 Dungeon Crawl Stone Soup version 0.19.5-1-g796a6487f8 (webtiles) character file.

1879999 Loki the Talismancer (level 27, -29/387 HPs)
             Began as a Deep Dwarf Earth Elementalist on Aug 1, 2018.
             Was the Champion of Makhleb.
             Killed by dispel undead
             ... invoked by a Tzitzimitl
             ... called by a doom hound
              (43 damage)
             ... on level 20 of a ziggurat on May 12, 2020.
             The game lasted 5 days 10:56:21 (579684 turns).

Loki the Talismancer (DDEE)                   Turns: 579684, Time: 5 , 10:56:21

Health: -29/387    AC: 67    Str: 51    XL:     27
Magic:  52/54      EV: 37    Int: 59    God:    Makhleb [******]
Gold:   147414     SH: 44    Dex: 38    Spells: 14 memorised, 1 level left

rFire  + + .     SeeInvis +     b - +9 staff of Wucad Mu {channel}
rCold  + + +     Gourm    .     C - +8 orange crystal plate armour {Archmagi, Int+3 Clar}
rNeg   + + +     Faith    .     t - +10 large shield "Zoenuokk" {rCorr Int+4 SInv}
rPois  ∞         Spirit   .     m - +3 hat of Unowkext {rF+ Dex+5}
rElec  +         Reflect  .     d - +5 cloak "Doloppur" {MR- Int+7 Dex+3}
rCorr  +         Harm     .     J - +0 pair of gloves "Saeptaq" {rC+++ Str+10 SInv}
MR     ++++.     Clarity  +     s - +1 pair of boots of the Pits of Slime {rN+ Str+6 Int+3 Dex+4}
Stlth  +++.......               P - macabre finger necklace {rN+}
                                A - ring "Eqoegom" {Wiz rElec MR- Str+4 Dex+5}
                                j - ring of Nezaceni {*Contam rN+ Str+8 Int+10 Stlth-, =R}
                                O - ring of Lady Luck {Wiz *Drain rN+ Str+6 Dex+4, =R}

@: lich-form, doom-hounded, non-regenerating, silenced, deflect missiles
A: damage resistance, recharge devices, antennae 1, beak, talons 1, molten
scales 1, slimy green scales 1, thin metallic scales 1, agile 2, blink, clarity,
clever 2, fire resistance 1, magic resistance 1, negative energy resistance 1,
sense surroundings 3, poison resistance, robust 3, shaggy fur 1, slow
regeneration 3, strong 2, wild magic 3
a: Device Recharging, End Transformation, Blink, Renounce Religion
}: 15/15 runes: decaying, slimy, silver, golden, iron, obsidian, icy, bone,
abyssal, demonic, glowing, magical, fiery, dark, gossamer


You were on level 20 of a ziggurat.
You worshipped Makhleb.
Makhleb was exalted by your worship.
You were not hungry.
You were a lich.
You visited 17 branches of the dungeon, and saw 89 of its levels.
You visited Pandemonium 15 times, and saw 32 of its levels.
You visited the Abyss 27 times.
You visited 64 ziggurats (completing 63), and saw 1721 of their levels.
You also visited: Sewer and Ice Cave.

You collected 159764 gold pieces.
You spent 12350 gold pieces at shops.

Inventory:

Hand Weapons
 a - the +8 mithril axe "Arga" {speed, MR+}
   (You found it on level 14 of a ziggurat)

   Attacks with this weapon are significantly faster.
   It affects your resistance to hostile enchantments.
 b - the +9 staff of Wucad Mu (weapon) {channel}
   (You found it on level 22 of a ziggurat)
 w - the +7 sceptre of Torment
   (You found it on level 16 of a ziggurat)
Missiles
 e - 4035 javelins of penetration (quivered)
Armour
 d - the +5 cloak "Doloppur" (worn) {MR- Int+7 Dex+3}
   (You acquired it on level 2 of the Depths)

   It affects your intelligence (+7).
   It affects your dexterity (+3).
   It affects your resistance to hostile enchantments.
 m - the +3 hat of Unowkext (worn) {rF+ Dex+5}
   (You found it on level 21 of a ziggurat)

   It affects your dexterity (+5).
   It protects you from fire.
 s - the +1 pair of boots of the Pits of Slime (worn) {rN+ Str+6 Int+3 Dex+4}
   (You found it on level 18 of a ziggurat)

   It affects your strength (+6).
   It affects your intelligence (+3).
   It affects your dexterity (+4).
   It protects you from negative energy.
 t - the +10 large shield "Zoenuokk" (worn) {rCorr Int+4 SInv}
   (You took it off a daeva on level 14 of a ziggurat)

   It affects your intelligence (+4).
   It lets you see invisible.
   It protects you from acid and corrosion.
 C - the +8 orange crystal plate armour (worn) {Archmagi, Int+3 Clar}
   (You found it on level 27 of a ziggurat)

   It affects your intelligence (+3).
   It protects you against confusion.
 D - the +5 cloak of Devotion {rElec}
   (You found it on level 17 of a ziggurat)

   It insulates you from electricity.
 J - the +0 pair of gloves "Saeptaq" (worn) {rC+++ Str+10 SInv}
   (You found it on level 24 of a ziggurat)

   It affects your strength (+10).
   It renders you almost immune to cold.
   It lets you see invisible.
Jewellery
 j - the ring of Nezaceni (left hand) {*Contam rN+ Str+8 Int+10 Stlth-, =R}
   (You found it in an ice cave)

   [ring of positive energy]

   It affects your strength (+8).
   It affects your intelligence (+10).
   It protects you from negative energy.
   It causes magical contamination when unequipped.
   It makes you less stealthy.
 k - the ring of Muapnodu {MR+ Str+3 Int+4}
   (You found it on level 6 of a ziggurat)

   [ring of protection from magic]

   It affects your strength (+3).
   It affects your intelligence (+4).
   It affects your resistance to hostile enchantments.
 p - the amulet "Agoga" {Faith +Blink rElec Int+2 Dex+6}
   (You found it on level 10 of a ziggurat)

   [amulet of faith]

   It allows you to gain divine favour quickly.
   It affects your intelligence (+2).
   It affects your dexterity (+6).
   It insulates you from electricity.
   It lets you blink.
 v - the ring of Gumn {+Blink +Inv rC+++ Str+5 Slay-6}
   (You found it on level 16 of a ziggurat)

   [ring of strength]

   It affects your strength (+5).
   It affects your accuracy and damage with ranged weapons and melee attacks
   (-6).
   It renders you almost immune to cold.
   It lets you turn invisible.
   It lets you blink.
 z - the ring "Zileleexei" {+Inv rC+ Int+4 Dex+3}
   (You found it on level 16 of a ziggurat)

   [ring of protection from cold]

   It affects your intelligence (+4).
   It affects your dexterity (+3).
   It protects you from cold.
   It lets you turn invisible.
 A - the ring "Eqoegom" (right hand) {Wiz rElec MR- Str+4 Dex+5}
   (You found it on level 9 of a ziggurat)

   [ring of wizardry]

   It improves your spell success rate.
   It affects your strength (+4).
   It affects your dexterity (+5).
   It insulates you from electricity.
   It affects your resistance to hostile enchantments.
 O - the ring of Lady Luck (on amulet) {Wiz *Drain rN+ Str+6 Dex+4, =R}
   (You found it on level 22 of a ziggurat)

   [ring of wizardry]

   It improves your spell success rate.
   It affects your strength (+6).
   It affects your dexterity (+4).
   It protects you from negative energy.
   It causes draining when unequipped.
 P - the macabre finger necklace (around neck) {rN+}
   (You found it on level 20 of a ziggurat)

   [amulet of nothing]

   It protects you from negative energy.
Wands
 l - a wand of teleportation (5/9)
 n - a wand of teleportation (5/9)
 r - a wand of hasting (2/9)
 G - a wand of heal wounds (6/9)
Scrolls
 f - 23 scrolls of teleportation
 i - 2 scrolls of summoning
 u - 1801 scrolls of fog
 y - a scroll of acquirement
 E - 2044 scrolls of remove curse
 H - 1126 scrolls of recharging
 U - 1071 scrolls of blinking
 V - 1128 scrolls of identify
Potions
 g - 66 potions of ambrosia
 h - 18 potions of cure mutation
 o - a potion of mutation
 x - 3 potions of beneficial mutation
 B - 167 potions of heal wounds
 N - 49 potions of cancellation
Miscellaneous
 c - a disc of storms
 q - 217 sacks of spiders


   Skills:
 O Level 27 Fighting
 O Level 27 Short Blades
 O Level 27 Long Blades
 O Level 27 Axes
 O Level 27 Maces & Flails
 O Level 27 Polearms
 O Level 27 Staves
 O Level 27 Slings
 O Level 27 Bows
 O Level 27 Crossbows
 O Level 27 Throwing
 O Level 27 Armour
 O Level 27 Dodging
 O Level 27 Stealth
 O Level 27 Shields
 O Level 27 Unarmed Combat
 O Level 27 Spellcasting
 O Level 27 Conjurations
 O Level 27 Hexes
 O Level 27 Charms
 O Level 27 Summonings
 O Level 27 Necromancy
 O Level 27 Translocations
 O Level 27 Transmutations
 O Level 27 Fire Magic
 O Level 27 Ice Magic
 O Level 27 Air Magic
 O Level 27 Earth Magic
 O Level 27 Poison Magic
 O Level 27 Invocations
 O Level 27 Evocations


You had one spell level left.
You knew the following spells:

 Your Spells              Type           Power        Failure   Level  Hunger
a - Apportation           Tloc           ##########   1%          1    N/A
c - Poisonous Cloud       Conj/Pois/Air  ##########   1%          6    N/A
f - Fire Storm            Conj/Fire      ##########   1%          9    N/A
B - Blink                 Tloc           N/A          1%          2    N/A
D - Darkness              Hex            ##########   1%          6    N/A
E - Cigotuvi's Embrace    Necr           ##########   1%          5    N/A
G - Shroud of Golubria    Chrm/Tloc      ##########   1%          2    N/A
I - Invisibility          Hex            ########     1%          6    N/A
J - Disjunction           Tloc           ##########   1%          8    N/A
L - Song of Slaying       Chrm           ########     1%          2    N/A
M - Deflect Missiles      Chrm/Air       ##########   1%          6    N/A
N - Necromutation         Tmut/Necr      ##########   1%          8    N/A
S - Shatter               Erth           ##########   1%          9    N/A
T - Tornado               Air            ##########   1%          9    N/A

Dungeon Overview and Level Annotations

Branches:
Dungeon (15/15)            Temple (0/1) D:4            Lair (6/6) D:10
  Swamp (4/4) Lair:3       Spider (4/4) Lair:4        Slime (5/5) Lair:6
    Orc (2/2) D:10            Elf (3/3) Orc:2        Vaults (5/5) D:13
  Crypt (3/3) Vaults:2       Tomb (3/3) Crypt:3      Depths (5/5) D:15
   Hell (1/1)                 Dis (7/7) Hell            Geh (7/7) Hell
    Coc (7/7) Hell            Tar (7/7) Hell            Zot (5/5) Depths:5

Altars:
Ashenzari
Fedhas
Makhleb
Nemelex Xobeh
Okawaru
Ru
Trog
Xom
Zin
The Shining One
Beogh
Jiyva

Shops:
D:6 **[[   D:9 !*(   D:10 :   D:11 [   D:13 (   Orc:2 *[*=   Elf:2 [   Elf:3 *
Vaults:3 *   Vaults:4 *([[:   Depths:1 *   Depths:4 :   Depths:5 ==}

Portals:
Hell: Depths:1 Depths:2 Depths:3 Depths:4 Depths:5
Abyss: Depths:3 Depths:4
Pandemonium: Depths:1 Depths:3


Innate Abilities, Weirdness & Mutations

You are resistant to damage.
You can recharge devices by infusing magical energy.
You resist negative energy. (rN+)
You passively map a large area around you.
You do not regenerate.
You have a pair of small antennae on your head.
You have a beak for a mouth.
You have sharp toenails.
You are partially covered in molten scales. (AC +2)
You are partially covered in slimy green scales. (AC +2)
You are partially covered in thin metallic scales. (AC +2)
You are very agile. (Dex +4)
You can translocate small distances at will.
You possess an exceptional clarity of mind.
Your mind is very acute. (Int +4)
Your flesh is heat resistant. (rF+)
You are resistant to hostile enchantments. (MR+)
Your system is resistant to poisons. (rPois)
You are extremely robust. (+30% HP)
You are covered in fur. (AC +1)
Your muscles are very strong. (Str +4)
Your spells are much harder to cast, but much more powerful.


Message History

The deathcap is severely damaged.
The bolt of lightning hits the deathcap.
You destroy the deathcap!
The bolt of lightning hits the curse toe.
The curse toe resists.
The curse toe is almost destroyed.
The bolt of lightning hits the Tzitzimitl.
The Tzitzimitl resists.
The Tzitzimitl is severely wounded.
The bolt of lightning misses the shadow demon.
The bolt of lightning hits the bone dragon.
The bone dragon resists.
The bone dragon is lightly damaged.
The zap misses you.
The zap hits the wandering mushroom.
You destroy the wandering mushroom!
The zap hits the Tzitzimitl.
The Tzitzimitl completely resists.
The Tzitzimitl is severely wounded.
The Tzitzimitl gestures at you.
You convulse!
You die...

▓▓▓▓▓▓▓▓▓▓▓▓▓▓▓
▓......≈§§§§1≈▓
▓.≈≈...≈§§§f§≈▓
▓...≈...§§§z1L▓ *
▓(..≈.§≈..2§1.▓▓▓▓▓▓▓▓▓▓▓
,.(.≈≈≈..D§.211f≈...((...▓
,
....≈≈.§≈)§§z§§§≈..≈≈.≈.▓
§.(..2≈≈[)§§§§§§§z§(...≈≈▓
..≈.≈#2≈.#.))§§§§§(§)§..▓
.≈..*#..)##).§§§§§§.)≈))▓
W. .))).≈...†.≈§§§†))))▓ ,
.....≈≈≈....÷())))))≈[▓


You could see a bone dragon, 5 Tzitzimimeh, 3 curse toes, 2 reapers, a shadow
demon, a deathcap and a wandering mushroom.

Vanquished Creatures
  Cerebov (Pan)
  Asmodeus (Geh:7)
  the Royal Jelly (Slime:5)
  Antaeus (Coc:7)
  Gloorx Vloq (Pan)
  Dissolution (Slime:2)
  the Serpent of Hell (Coc:7)
  Mnoleg (Pan)
  Lom Lobon (Pan)
  9734 ancient liches
  925 orbs of fire
  The ghost of Britaniac the Conqueror, a legendary MiFi of the Shining One (Zig:25)
  Dispater (Dis:7)
  Khufu (Tomb:2)
  Mennas (Crypt:3)
  Mara (Crypt:1)
  5935 juggernauts
  4 juggernauts (shapeshifter)
  Sojobo (Vaults:4)
  4064 greater mummies
  Frederick (Crypt:2)
  2242 shard shrikes
  Boris (Crypt:1)
  Bai Suzhen (Vaults:4)
  8 shard shrikes (shapeshifter)
  2495 Killer Klowns
  53 caustic shrikes (shapeshifter)
  226 curse toes
  2999 caustic shrikes
  Geryon (Hell)
  44 golden dragons (shapeshifter)
  8749 golden dragons
  Nikola (Swamp:4)
  2970 profane servitors
  4572 bone dragons
  53 iron giants (shapeshifter)
  1390 pearl dragons
  1546 electric golems
  2203 Tzitzimimeh
  Jorgrun (Vaults:3)
  3990 Hell Sentinels
  2597 hellephants
  7 hellephants (shapeshifter)
  14736 pandemonium lords
  177 doom hounds
  2892 iron giants
  3832 Brimstone Fiends
  4336 Ice Fiends
  8800 tentacled monstrosities
  25 Orb Guardians (Zot:5)
  2649 liches
  4198 deep elf blademasters
  3705 quicksilver dragons
  5222 deep elf master archers
  16073 acid blobs
  217 quicksilver dragons (shapeshifter)
  58 acid blobs (shapeshifter)
  839 sphinxes
  7 titans (shapeshifter)
  8255 titans
  3436 ancient champions
  587 tentacled starspawn
  1630 Executioners
  7 death cobs
  87 thorn hunters
  121 eldritch tentacles
  181 sphinxes (shapeshifter)
  1092 shadow dragons
  173 shadow dragons (shapeshifter)
  1900 storm dragons
  400 tengu reavers
  53 storm dragons (shapeshifter)
  9586 nagarajas
  6214 azure jellies
  195 azure jellies (shapeshifter)
  170 fire giants (shapeshifter)
  974 daevas
  3760 revenants
  3010 draconian monks
  6535 ghost moths
  203 frost giants (shapeshifter)
  1465 warmongers
  284 vault wardens
  1491 fire giants
  38 ghost moths (shapeshifter)
  4394 draconian knights
  43 emperor scorpions (shapeshifter)
  464 deep elf sorcerers
  Louise (Swamp:4)
  6622 orc warlords
  2113 iron dragons
  29 iron dragons (shapeshifter)
  5 spectral juggernauts
  1605 frost giants
  5132 balrugs
  359 caustic shrike zombies
  Aizul (Swamp:4)
  3820 emperor scorpions
  3031 draconian zealots
  155 deep elf elementalists
  3076 curse skulls
  3339 draconian scorchers
  191 angels
  2 spectral caustic shrikes
  3089 reapers
  3572 draconian annihilators
  384 juggernaut zombies
  3318 stone giants
  2939 draconian shifters
  260 ghouls
  337 caustic shrike skeletons
  218 stone giants (shapeshifter)
  1328 cacodemons
  1437 very ugly things
  4 elemental wellsprings (Coc:7)
  2491 war gargoyles
  357 juggernaut skeletons
  2925 draconian callers
  A spriggan defender (Depths:3)
  2220 bennus
  50 entropy weavers (shapeshifter)
  1903 blood saints
  4782 corrupters
  The ghost of Xiguana the Brawler, a journeyman VSGl of Makhleb (Swamp:4)
  281 ironheart preservers
  Nessos (Orc:2)
  221 ophanim
  9 spectral titans
  1034 vampire knights
  1896 black suns
  983 green draconians
  1163 deep elf demonologists
  187 apis
  Azrael (Elf:2)
  7536 starcursed masses
  54 spark wasps (shapeshifter)
  The ghost of Xiguana the Grappler, a journeyman TrWr of Jiyva (D:11)
  1248 spark wasps
  948 black draconians
  4228 entropy weavers
  988 lorocyprocas
  909 dire elephants
  897 yellow draconians
  1449 deep elf annihilators
  A purple draconian (shapeshifter) (Zig:25)
  960 white draconians
  A yellow draconian (shapeshifter) (Zig:7)
  973 purple draconians
  162 dire elephants (shapeshifter)
  958 mottled draconians
  4549 blizzard demons
  940 red draconians
  A white draconian (shapeshifter) (Zig:17)
  Snorg (D:10)
  1301 eidola
  44 ettins (shapeshifter)
  A spectral quicksilver dragon (Zig:25)
  3350 merfolk javelineers
  4279 green deaths
  724 crystal guardians
  913 deep elf death magi
  3 spectral golden dragons
  348 ettins
  176 jiangshi
  979 fire dragons
  A minotaur (Zig:19)
  2911 mummy priests
  269 death oozes
  The ghost of Xiguana the Grappler, a journeyman VSGl of Makhleb (Spider:2)
  142 quicksilver dragon zombies
  351 merfolk impalers
  21 fire dragons (shapeshifter)
  975 yaktaur captains
  624 great orbs of eyes
  51 minotaurs (shapeshifter)
  195 ogre magi
  946 naga warriors
  4 kraken zombies
  37 hydras (shapeshifter)
  138 quicksilver dragon skeletons
  5 spectral shadow dragons
  Josephine (D:11)
  4339 deep elf high priests
  1349 ice dragons
  Harold (D:10)
  24 caustic shrike simulacra
  Fannar (Lair:3)
  24 ice dragons (shapeshifter)
  1838 spriggan air magi
  35 vault guards
  898 hell beasts
  76 ghost crabs (shapeshifter)
  6 spectral tengu
  20 juggernaut simulacra
  2868 hydras
  192 rakshasas
  163 monstrous demonspawn
  38 great orbs of eyes (shapeshifter)
  59 merfolk avatars
  228 alligators
  161 alligator snapping turtles (shapeshifter)
  117 ghost crabs
  A spectral stone giant (Zig:3)
  313 alligator snapping turtles
  3 spectral fire giants
  Erica (D:9)
  761 anacondas
  70 anacondas (shapeshifter)
  751 centaur warriors
  2 spectral sphinxes
  815 satyrs
  57 catoblepae (shapeshifter)
  5379 merfolk aquamancers
  41 satyrs (shapeshifter)
  398 death knights
  3353 dancing weapons
  3 queen ants
  1824 catoblepae
  8 deep troll shamans
  45 queen ants (shapeshifter)
  4 spectral frost giants
  23 alligators (shapeshifter)
  60 death yaks (shapeshifter)
  1066 death scarabs
  1233 vampire magi
  439 titan zombies
  45 hell hogs (shapeshifter)
  314 storm dragon zombies
  33 death yaks
  4 tengu warriors
  318 hell hogs
  A holy swine (Zig:26)
  3 spectral storm dragons
  A spriggan berserker (Depths:5)
  6659 orc high priests
  2224 shock serpents
  12 deep troll earth magi
  570 thrashing horrors
  Sonja (D:10)
  86 shock serpents (shapeshifter)
  2492 naga sharpshooters
  518 iron golems
  2263 deep elf knights
  1502 hell knights
  1012 soul eaters
  Nergalle (Orc:1)
  331 titan skeletons
  3756 wretched stars
  695 sixfirhies
  363 sun demons
  121 fire crabs
  3 spectral spark wasps
  594 shadow wraiths
  277 storm dragon skeletons
  9 spectral spriggans
  188 iron trolls (shapeshifter)
  447 golden dragon zombies
  2936 death drakes
  32 fire crabs (shapeshifter)
  826 iron trolls
  73 death drakes (shapeshifter)
  282 salamander mystics
  266 spatial maelstroms
  A ghost moth zombie (Geh:6)
  246 glowing orange brains
  1899 spriggan druids
  176 torturous demonspawn
  72 sea snakes (shapeshifter)
  1031 flayed ghosts
  125 spark wasp zombies
  166 gelid demonspawn
  77 glowing orange brains (shapeshifter)
  73 deep trolls
  154 infernal demonspawn
  225 sea snakes
  725 skeletal warriors
  57 deep trolls (shapeshifter)
  48 unseen horrors (shapeshifter)
  14 quicksilver dragon simulacra
  206 cherubim
  4 spectral hydras (Swamp:4)
  428 golden dragon skeletons
  5 obsidian statues
  74 swamp dragons (shapeshifter)
  65 unseen horrors
  68 hill giants (shapeshifter)
  322 shadow dragon zombies
  2128 swamp dragons
  An orange crystal statue (Zig:7)
  299 sphinx zombies
  297 ironbrand convokers
  75 lindwurms (shapeshifter)
  80 wizards
  536 orc knights
  666 naga ritualists
  52 harpies (shapeshifter)
  4 lindwurms
  1282 shadow demons
  155 necromancers
  2273 deep elf archers
  7 anaconda zombies
  6825 shambling mangroves
  5 spectral iron dragons
  75 mana vipers (shapeshifter)
  322 iron dragon zombies
  74 wolf spiders (shapeshifter)
  Pikel (D:5)
  345 harpies
  5 anaconda skeletons
  527 phantasmal warriors
  44 orb spiders (shapeshifter)
  4089 orb spiders
  160 hill giants
  11 oklob plants
  153 fire giant zombies
  A hell hog zombie (Crypt:2)
  559 mana vipers
  A spectral ettin (Zig:9)
  411 tengu skeletons
  6577 deep elf magi
  144 frost giant zombies
  470 cyclopes
  20 glowing shapeshifters
  698 shining eyes
  1275 orc sorcerers
  45 stone giant zombies
  69 manticores (shapeshifter)
  45 salamanders (shapeshifter)
  146 worldbinders
  7 spectral elves
  A glowing shapeshifter (Zig:23)
  1112 wolf spiders
  3723 moths of wrath
  294 shadow dragon skeletons
  A wolf spider zombie (Coc:7)
  788 fauns
  279 sphinx skeletons
  74 shining eyes (shapeshifter)
  935 ugly things
  78 cyclopes (shapeshifter)
  74 fauns (shapeshifter)
  196 manticores
  319 salamanders
  295 iron dragon skeletons
  2 dire elephant zombies
  30 stone giant skeletons
  61 elephants (shapeshifter)
  8 toenail golems
  1613 guardian serpents
  53 elephants
  100 frost giant skeletons
  71 guardian serpents (shapeshifter)
  Maurice (D:9)
  70 moths of wrath (shapeshifter)
  143 sirens
  355 eyes of devastation
  11 ice statues
  114 fire giant skeletons
  349 spiny frogs
  3265 black mambas
  A shock serpent zombie (Tar:4)
  1405 apocalypse crabs
  2 shock serpent skeletons
  53 eyes of devastation (shapeshifter)
  31 titan simulacra
  293 vault sentinels
  Psyche (D:10)
  40 black mambas (shapeshifter)
  1033 smoke demons
  1676 naga magi
  66 torpor snails (shapeshifter)
  5232 water nymphs
  835 rust devils
  11 molten gargoyles
  83 water nymphs (shapeshifter)
  335 spriggan skeletons
  188 gargoyles
  4443 torpor snails
  3115 hellions
  640 orange demons
  37 spiny frogs (shapeshifter)
  17 storm dragon simulacra
  A catoblepas zombie (Geh:1)
  21 yaktaur zombies
  453 spriggan zombies
  2 swamp worm zombies (Swamp:4)
  355 yaktaurs
  2619 large abominations
  2 dire elephant skeletons
  35 rime drakes (shapeshifter)
  46 yaktaurs (shapeshifter)
  An alligator snapping turtle skeleton (Crypt:2)
  692 hellwings
  3 kobold demonologists
  2 tengu conjurers
  218 rime drakes
  94 komodo dragons
  8 spark wasp simulacra
  3092 tormentors
  986 demonic crawlers
  69 komodo dragons (shapeshifter)
  1132 ice devils
  23 golden dragon simulacra
  945 freezing wraiths
  A spectral human (Zig:15)
  9 hydra zombies
  202 silent spectres
  2 mottled draconian skeletons
  6 spectral glowing shapeshifters
  A yellow draconian skeleton (Crypt:1)
  550 ancient zymes
  32 trolls (shapeshifter)
  291 efreet
  A white draconian skeleton (Crypt:2)
  9 yaktaur skeletons
  7 harpy zombies
  35 hornets (shapeshifter)
  14 meliai
  843 merfolk
  21 polar bears
  778 red devils
  1042 jumping spiders
  56 jumping spiders (shapeshifter)
  4044 guardian mummies
  456 trolls
  21 sphinx simulacra
  29 blink frogs (shapeshifter)
  35 tyrant leeches (shapeshifter)
  35 raiju (shapeshifter)
  80 merfolk (shapeshifter)
  42 meliai (shapeshifter)
  10099 hornets
  109 two-headed ogres
  16 shadow dragon simulacra
  180 tyrant leeches
  215 bog bodies
  40 queen bees (shapeshifter)
  2467 slime creatures
  142 blink frogs
  24 tengu simulacra
  173 snapping turtles
  A wolf spider simulacrum (D:15)
  11 hydra skeletons
  660 raiju
  154 wind drakes
  51 wind drakes (shapeshifter)
  30 two-headed ogres (shapeshifter)
  35 ettin zombies
  1093 elf zombies
  36 polar bears (shapeshifter)
  65 slime creatures (shapeshifter)
  72 dream sheep (shapeshifter)
  A spectral swamp dragon (Swamp:4)
  6 alligator zombies
  15 fire dragon zombies
  14 deep troll zombies
  55 hippogriffs (shapeshifter)
  99 hippogriffs
  10 frost giant simulacra
  61 snapping turtles (shapeshifter)
  11 fire giant simulacra
  3 stone giant simulacra
  A meliai zombie (D:11)
  25 dream sheep
  21 iron dragon simulacra
  18 ice dragon zombies
  2422 flying skulls
  990 tarantellas
  12 ice dragon skeletons
  20 vampires
  992 water elementals
  A human simulacrum (Vaults:3)
  Sigmund (D:2)
  A black mamba zombie (Dis:2)
  1162 redbacks
  39 spriggans (shapeshifter)
  57 tarantellas (shapeshifter)
  4 alligator skeletons
  28 ettin skeletons
  784 wraiths
  86 redbacks (shapeshifter)
  772 air elementals
  7 deep troll skeletons
  892 ynoxinuls
  55 wyverns
  25 spriggan simulacra
  120 yaks
  66 spriggans
  4 black mamba skeletons
  8 fire dragon skeletons
  10 wyverns (shapeshifter)
  981 fire elementals
  30 basilisks (shapeshifter)
  A hill giant zombie (D:10)
  28 basilisks
  4 hogs (D:7)
  378 shadows
  A wind drake zombie (Crypt:2)
  27 hogs (shapeshifter)
  31 humans (shapeshifter)
  34 fire bats
  21 fire bats (shapeshifter)
  301 golden eyes
  31 yaks (shapeshifter)
  627 neqoxecs
  1765 ushabtiu
  17 steam dragons (shapeshifter)
  22 golden eyes (shapeshifter)
  A human (D:7)
  965 elf skeletons
  117 hungry ghosts
  86 steam dragons
  Grum (D:10)
  1274 chaos spawn
  170 vampire mosquitoes
  19 wargs (shapeshifter)
  96 swamp worms (shapeshifter)
  47 spatial vortices
  A glowing shapeshifter zombie (Crypt:2)
  269 insubstantial wisps
  75 mottled dragons
  31 swamp worms
  14 mottled dragons (shapeshifter)
  23 soldier ants (shapeshifter)
  The ghost of Xiguana the Gusty, an amateur HEAE of Vehumet (D:4)
  447 wargs
  A hydra simulacrum (Coc:7)
  18 nagas (shapeshifter)
  1072 nagas
  161 water moccasins
  A merfolk zombie (Dis:7)
  615 hell hounds
  10 spiny frog zombies
  1020 floating eyes
  Purgy (Sewer)
  15 hell hounds (shapeshifter)
  2 infernal demonspawn skeletons
  17 water moccasins (shapeshifter)
  97 floating eyes (shapeshifter)
  11 swamp drakes (shapeshifter)
  Duvessa (D:4)
  6 porcupines
  10 porcupines (shapeshifter)
  248 swamp drakes
  2 spiny frog skeletons
  A fire dragon simulacrum (Zig:2)
  218 ice beasts
  2247 orc warriors
  6 sky beasts
  19 sky beasts (shapeshifter)
  A black bear (D:5)
  A hornet zombie (D:13)
  57 phantoms
  28 eyes of draining (shapeshifter)
  An ice dragon simulacrum (Zig:3)
  40 black bears (shapeshifter)
  9 ice beasts (shapeshifter)
  13 boggarts
  6 swamp dragon zombies
  396 necrophages
  20 wolves
  11 boggarts (shapeshifter)
  18 centaurs (shapeshifter)
  4 ettin simulacra
  11 ogres (shapeshifter)
  4 snapping turtle zombies
  206 centaurs
  756 eyes of draining
  2 snapping turtle skeletons
  2 manticore skeletons (Coc:7)
  20 tengu (shapeshifter)
  1110 ogres
  10 crocodiles (shapeshifter)
  16 wolves (shapeshifter)
  160 crocodiles
  2 big kobolds
  70 elf simulacra
  15 big kobolds (shapeshifter)
  A draconian zombie (Crypt:3)
  19 bullfrogs
  1493 small abominations
  A salamander zombie (Crypt:2)
  10 gnoll sergeants
  26 glowing shapeshifter simulacra
  8 bullfrogs (shapeshifter)
  A wyvern zombie (D:10)
  Dowan (D:4)
  A wyvern skeleton (D:14)
  1021 earth elementals
  A cyclops skeleton (Crypt:1)
  A scorpion (D:13)
  6 scorpions (shapeshifter)
  A water moccasin skeleton (D:6)
  4 killer bees
  185 wights
  7 killer bees (shapeshifter)
  3 troll zombies
  3 howler monkeys (shapeshifter)
  4 electric eels
  5 howler monkeys
  40 crimson imps
  2 bullfrog zombies
  2 centaur zombies
  4 quasits
  37 human zombies
  4 jellies (shapeshifter)
  5 bullfrog skeletons
  10 hounds
  6 hounds (shapeshifter)
  6 jellies
  277 orc wizards
  3 centaur skeletons
  312 orc priests
  14 gnoll shamans
  586 iron imps
  25 human skeletons
  6 iguanas (shapeshifter)
  Natasha (thrice) (D:4)
  6 hell rats
  19 iguanas
  8 worker ants
  A porcupine zombie (Crypt:1)
  2 spectral swamp drakes (Swamp:4)
  5 hell rats (shapeshifter)
  A lightning spire (Zig:10)
  A worker ant (shapeshifter) (Zig:25)
  A killer bee zombie (D:5)
  5 ogre zombies (D:10)
  394 tengu zombies
  A felid skeleton (Crypt:3)
  2 hound zombies
  3 hound skeletons
  6978 mummies
  Robin (D:2)
  A gnoll (shapeshifter) (Zig:13)
  A howler monkey zombie (D:9)
  A worker ant zombie (D:8)
  43 gnolls
  2 river rats (shapeshifter)
  2 river rats
  10 adders
  6 adders (shapeshifter)
  A swamp drake skeleton (Crypt:3)
  A swamp drake zombie (Swamp:4)
  255 shadow imps
  514 white imps
  An ufetubus (Depths:3)
  6 oozes (shapeshifter)
  An adder zombie (D:6)
  5 adder skeletons
  3 worms
  3 worms (shapeshifter)
  6 ball lightnings (Depths:2)
  14 dart slugs
  A dart slug (shapeshifter) (Zig:18)
  A leopard gecko (D:5)
  2 leopard geckos (shapeshifter)
  90 orcs
  12 bats
  A bat (shapeshifter) (Zig:21)
  4 giant cockroaches
  3 goblins (shapeshifter)
  19 goblins
  17 hobgoblins
  3 hobgoblins (shapeshifter)
  12 jackals
  4 jackals (shapeshifter)
  A quokka (shapeshifter) (Zig:20)
  4 quokkas
  2 ball pythons
  2 frilled lizards (shapeshifter)
  6 frilled lizards
  2 goblin skeletons (D:10)
  4 goblin zombies (D:10)
  3 hobgoblin skeletons (D:10)
  4 hobgoblin zombies (D:10)
  A jackal skeleton (D:9)
  A jackal zombie (Crypt:1)
  21 kobolds
  A kobold skeleton (Pan)
  A kobold zombie (Tar:3)
  A leopard gecko skeleton (D:3)
  2 orc skeletons (D:10)
  10 orc zombies (D:10)
  A quokka skeleton (D:6)
  A quokka zombie (D:6)
  2 rats (shapeshifter)
  12 rats
  13 blocks of ice
  490 briar patches
  3077 crawling corpses
  7200 fire vortices
  A lurking horror (Abyss:4)
  12 plants
  A spectral weapon (Pan)
  213 starspawn tentacles
  6 tentacles
507773 creatures vanquished.

Vanquished Creatures (collateral kills)
  Ereshkigal (Tar:7)
  16 greater mummies
  15 juggernauts
  71 pandemonium lords
  A shard shrike (Zig:10)
  30 Killer Klowns
  30 bone dragons
  36 pearl dragons
  16 Tzitzimimeh
  3 hellephants
  A hellephant (shapeshifter) (Zig:22)
  20 iron giants
  3 profane servitors
  Rupert (Lair:5)
  5 Ice Fiends
  33 liches
  2 tentacled monstrosities
  26 titans
  A titan (shapeshifter) (Zig:21)
  A deep elf master archer (Zig:24)
  627 acid blobs
  A quicksilver dragon (shapeshifter) (Zig:20)
  2 sphinxes
  14 tentacled starspawn
  5 Executioners
  A shadow dragon (shapeshifter) (Zig:7)
  3 sphinxes (shapeshifter)
  7 shadow dragons
  2 storm dragons (shapeshifter)
  A storm dragon (Zig:24)
  62 azure jellies
  4 frost giants (shapeshifter)
  2 revenants (Zig:27)
  16 fire giants
  21 daevas
  A ghost moth (shapeshifter) (Zig:22)
  15 orc warlords
  12 frost giants
  A balrug (Zig:18)
  15 cacodemons
  7 warmongers
  A juggernaut zombie (Zig:21)
  An emperor scorpion (shapeshifter) (Zig:5)
  An angel (Zig:20)
  115 corrupters
  29 stone giants
  2 caustic shrike zombies
  10 reapers
  3 stone giants (shapeshifter)
  3 caustic shrike skeletons
  8 blood saints
  6 apis
  A juggernaut skeleton (Zig:11)
  16 very ugly things
  An entropy weaver (Zig:23)
  2 ophanim
  A black draconian (Zig:8)
  10 black suns
  5 lorocyprocas
  8 dire elephants (shapeshifter)
  A spark wasp (Zig:23)
  2 dire elephants
  2 eidola
  3 ettins
  4 blizzard demons
  A mummy priest (Zig:10)
  A merfolk javelineer (Zig:20)
  6 fire dragons
  2 green deaths (Zig:27)
  11 great orbs of eyes
  6 death oozes
  A yaktaur captain (Zig:20)
  A rakshasa (Zig:11)
  A monstrous demonspawn (Zig:23)
  A hydra (shapeshifter) (Zig:17)
  2 death knights (Zig:27)
  2 alligator snapping turtles (shapeshifter)
  An ogre mage (Zig:16)
  A queen ant (shapeshifter) (Zig:8)
  3 death scarabs
  3 titan zombies
  32 orc high priests
  2 hell hogs
  A shock serpent (shapeshifter) (Zig:18)
  A spectral elf (Zig:9)
  2 soul eaters
  A thrashing horror (Zig:27)
  92 wretched stars
  2 titan skeletons
  3 iron trolls (shapeshifter)
  A sun demon (Zig:15)
  3 spatial maelstroms
  4 iron trolls
  A shadow wraith (Zig:9)
  A death drake (shapeshifter) (Zig:12)
  4 sixfirhies
  2 cherubim
  3 unseen horrors
  A gelid demonspawn (Zig:22)
  6 hill giants
  A glowing orange brain (shapeshifter) (Zig:24)
  A hill giant (shapeshifter) (Zig:20)
  A storm dragon skeleton (Zig:21)
  A shadow demon (Zig:19)
  A deep elf archer (Zig:15)
  A wizard (Zig:21)
  4 glowing orange brains
  2 golden dragon zombies
  10 orc knights
  5 tengu zombies
  2 orb spiders
  2 sphinx zombies (Zig:8)
  A shadow dragon zombie (Zig:19)
  3 golden dragon skeletons
  A shadow dragon skeleton (Zig:19)
  A wolf spider (shapeshifter) (Zig:14)
  2 necromancers
  3 tengu skeletons
  8 cyclopes
  6 ugly things
  A frost giant zombie (Zig:8)
  A mana viper (Zig:26)
  20 orc sorcerers
  19 shining eyes
  3 iron dragon skeletons
  A fire giant zombie (Zig:9)
  A worldbinder (Zig:19)
  16 moths of wrath
  A faun (Zig:20)
  38 large abominations
  A cyclops (shapeshifter) (Zig:20)
  4 orange demons
  13 apocalypse crabs
  2 smoke demons (Zig:19)
  A titan simulacrum (Zig:22)
  A frost giant skeleton (Zig:6)
  5 elf zombies
  6 eyes of devastation
  2 fire giant skeletons
  4 elf skeletons
  A spriggan skeleton (Zig:24)
  A torpor snail (shapeshifter) (Zig:10)
  A spriggan zombie (Zig:8)
  2 guardian serpents
  A komodo dragon (shapeshifter) (Zig:14)
  4 hellions
  A tormentor (Zig:27)
  A demonic crawler (Zig:27)
  A freezing wraith (Zig:9)
  3 hellwings
  6 guardian mummies
  3 ice devils
  A yaktaur (Zig:20)
  2 queen bees (shapeshifter)
  2 trolls (shapeshifter)
  A sphinx simulacrum (Zig:19)
  13 ancient zymes
  2 jumping spiders (shapeshifter)
  A polar bear (shapeshifter) (Zig:22)
  A two-headed ogre (shapeshifter) (Zig:4)
  A shadow dragon simulacrum (Zig:27)
  A jumping spider (Zig:23)
  14 trolls
  4 two-headed ogres
  2 meliai (shapeshifter)
  2 blink frogs
  An ettin zombie (Zig:8)
  A hornet (shapeshifter) (Zig:25)
  3 dream sheep (shapeshifter)
  94 slime creatures
  2 hippogriffs (shapeshifter)
  9 raiju
  2 slime creatures (shapeshifter)
  3 air elementals
  67 small abominations
  A flying skull (Zig:17)
  A wyvern (shapeshifter) (Zig:24)
  A vampire (Zig:24)
  A spriggan (shapeshifter) (Zig:18)
  A water elemental (Zig:27)
  3 shadows
  15 ynoxinuls
  A fire elemental (Zig:18)
  38 golden eyes
  3 ushabtiu
  6 golden eyes (shapeshifter)
  39 chaos spawn
  10 neqoxecs
  A naga (shapeshifter) (Zig:27)
  12 wargs
  A water moccasin (shapeshifter) (Zig:14)
  204 floating eyes
  5 floating eyes (shapeshifter)
  3 ice beasts (shapeshifter)
  49 eyes of draining
  A black bear (shapeshifter) (Zig:24)
  65 orc warriors
  A necrophage (Zig:22)
  An ice beast (Zig:10)
  25 ogres
  A wolf (shapeshifter) (Zig:27)
  A big kobold (shapeshifter) (Zig:14)
  2 bullfrogs (shapeshifter)
  A bullfrog (Lair:5)
  A glowing shapeshifter simulacrum (Zig:27)
  A scorpion (shapeshifter) (Zig:10)
  A killer bee (shapeshifter) (Zig:22)
  A wight (Zig:21)
  602 starcursed masses
  A jelly (Zig:24)
  8 orc priests
  A gnoll shaman (Zig:16)
  10 orc wizards
  140 mummies
  A gnoll (Zig:16)
  3 gnolls (shapeshifter)
  An adder (shapeshifter) (Zig:20)
  A river rat (shapeshifter) (Zig:18)
  3 shadow imps
  An ooze (shapeshifter) (Zig:20)
  A worm (shapeshifter) (Zig:21)
  A hobgoblin (shapeshifter) (Zig:14)
  A rat (shapeshifter) (Zig:21)
  8 crawling corpses
  6 fire vortices
  31 starspawn tentacles
3338 creatures vanquished.

Vanquished Creatures (others)
  54 ancient liches
  30 juggernauts
  2 greater mummies
  96 shard shrikes
  35 Killer Klowns
  A golden dragon (shapeshifter) (Zig:21)
  27 caustic shrikes
  111 golden dragons
  11 bone dragons
  11 profane servitors
  A pearl dragon (Zig:13)
  8 liches
  9 Brimstone Fiends
  A doom hound (Zig:22)
  48 Tzitzimimeh
  An iron giant (shapeshifter) (Zig:27)
  7 hellephants
  9 iron giants
  108 tentacled monstrosities
  219 pandemonium lords
  7 Hell Sentinels
  45 Ice Fiends
  A hellephant (shapeshifter) (Zig:17)
  40 titans
  40 deep elf blademasters
  40 quicksilver dragons
  48 deep elf master archers
  3 quicksilver dragons (shapeshifter)
  108 eldritch tentacles
  A tentacled starspawn (Zig:13)
  3 sphinxes (shapeshifter)
  4 acid blobs
  18 Executioners
  2 ancient champions (Zig:9)
  7 sphinxes
  16 shadow dragons
  5 storm dragons
  20 tengu reavers
  4 azure jellies (shapeshifter)
  4 shadow dragons (shapeshifter)
  24 draconian monks
  2 azure jellies
  A revenant (Zig:27)
  16 deep elf sorcerers
  4 fire giants (shapeshifter)
  A ghost moth (shapeshifter) (Zig:25)
  77 nagarajas
  24 frost giants
  92 fire giants
  A frost giant (shapeshifter) (Zig:11)
  An iron dragon (shapeshifter) (Zig:22)
  128 draconian knights
  42 cacodemons
  13 warmongers
  20 draconian shifters
  5 balrugs
  115 ghost moths
  12 iron dragons
  16 draconian zealots
  31 draconian scorchers
  8 caustic shrike skeletons
  3 caustic shrike zombies
  16 orc warlords
  3 juggernaut zombies
  3 curse skulls
  8 emperor scorpions
  59 stone giants
  An angel (Zig:23)
  15 very ugly things
  15 draconian callers
  41 draconian annihilators
  3 ironheart preservers
  A war gargoyle (Zig:20)
  14 reapers
  4 entropy weavers
  A stone giant (shapeshifter) (Zig:21)
  2 vampire knights
  34 blood saints
  7 juggernaut skeletons
  4 deep elf demonologists
  19 deep elf annihilators
  18 corrupters
  11 green draconians
  29 black suns
  4 dire elephants
  4 red draconians
  23 black draconians
  9 lorocyprocas
  2 mottled draconians
  8 purple draconians
  82 blizzard demons
  3 dire elephants (shapeshifter)
  8 white draconians
  4 yellow draconians
  6 eidola
  15 deep elf death magi
  An ettin (shapeshifter) (Zig:12)
  A minotaur (shapeshifter) (Zig:20)
  6 ettins
  20 green deaths
  13 deep elf high priests
  A fire dragon (shapeshifter) (Zig:21)
  63 fire dragons
  A great orb of eyes (Zig:27)
  2 mummy priests
  58 merfolk javelineers
  4 quicksilver dragon zombies
  2 merfolk impalers
  31 yaktaur captains
  35 ice dragons
  A rakshasa (Zig:11)
  A hydra (shapeshifter) (Zig:25)
  10 anacondas
  75 merfolk aquamancers
  26 centaur warriors
  9 catoblepae
  8 naga warriors
  17 spriggan air magi
  3 death knights
  10 hell beasts
  26 hydras
  2 alligator snapping turtles
  A monstrous demonspawn (Zig:24)
  4 ogre magi
  4 alligator snapping turtles (shapeshifter)
  17 satyrs
  4 hell hogs
  12 dancing weapons
  3 alligators
  3 death scarabs
  A thrashing horror (Zig:16)
  2 hell hogs (shapeshifter)
  19 naga sharpshooters
  4 vampire magi
  2 titan zombies
  2 wretched stars
  6 shock serpents
  2 shock serpents (shapeshifter)
  24 deep elf knights
  4 sun demons
  6 soul eaters
  4 orc high priests
  3 titan skeletons
  10 skeletal warriors
  A cherub (Zig:27)
  3 golden dragon zombies
  3 shadow wraiths
  2 spark wasp zombies
  A fire crab (Abyss:4)
  A hell knight (Zig:21)
  4 spatial maelstroms
  An iron troll (shapeshifter) (Zig:20)
  2 salamander mystics
  12 sixfirhies
  15 death drakes
  4 sea snakes
  An unseen horror (shapeshifter) (Zig:25)
  5 orc sorcerers
  3 iron trolls
  A naga ritualist (Zig:16)
  4 spriggan druids
  11 shadow demons
  A torturous demonspawn (Zig:20)
  25 swamp dragons
  A glowing orange brain (shapeshifter) (Zig:18)
  2 lindwurms (shapeshifter)
  7 flayed ghosts
  3 shadow dragon zombies
  5 sphinx zombies
  16 harpies
  3 tengu zombies
  9 shambling mangroves
  12 deep elf archers
  8 wizards
  5 hill giants
  3 golden dragon skeletons
  5 necromancers
  3 mana vipers (shapeshifter)
  A hill giant (shapeshifter) (Zig:19)
  4 phantasmal warriors
  A glowing shapeshifter (Zig:27)
  2 wolf spiders (shapeshifter)
  A fire giant zombie (Zig:15)
  5 iron dragon zombies
  34 deep elf magi
  4 mana vipers
  2 orb spiders
  A wolf spider (Zig:20)
  4 orc knights
  12 ugly things
  6 cyclopes
  A frost giant zombie (Zig:13)
  6 manticores
  4 shadow dragon skeletons
  A moth of wrath (shapeshifter) (Zig:16)
  An orb spider (shapeshifter) (Zig:13)
  4 sphinx skeletons
  A salamander (Zig:8)
  A salamander (shapeshifter) (Zig:24)
  12 fauns
  A rust devil (Zig:15)
  9 moths of wrath
  2 vault sentinels
  12 guardian serpents
  An eye of devastation (Zig:26)
  2 black mambas (shapeshifter)
  An iron dragon skeleton (Zig:14)
  2 water nymphs (shapeshifter)
  26 black mambas
  3 eyes of devastation (shapeshifter)
  12 naga magi
  4 elf zombies
  18 apocalypse crabs
  29 water nymphs
  A spiny frog (shapeshifter) (Zig:21)
  92 smoke demons
  7 spriggan zombies
  7 torpor snails
  3 gargoyles (Zig:23)
  A spiny frog (Zig:5)
  2 rime drakes (shapeshifter)
  5 spriggan skeletons
  6 orange demons
  5 rime drakes
  A yaktaur (shapeshifter) (Zig:12)
  4 hellions
  A yaktaur (Zig:17)
  A freezing wraith (Zig:14)
  An ice devil (Zig:10)
  An efreet (Zig:12)
  9 hellwings
  11 tormentors
  3 demonic crawlers
  2 polar bears (shapeshifter)
  2 ancient zymes
  An elf skeleton (Zig:24)
  4 guardian mummies
  3 red devils
  4 tyrant leeches
  7 trolls
  A wind drake (Zig:27)
  6 merfolk
  215 hornets
  2 dream sheep (shapeshifter)
  2 blink frogs (shapeshifter)
  A blink frog (Zig:16)
  A raiju (shapeshifter) (Zig:22)
  5 slime creatures
  A hippogriff (shapeshifter) (Zig:18)
  6 raiju
  3 hippogriffs
  196 air elementals
  13 flying skulls
  12 shadows
  107 water elementals
  A tarantella (shapeshifter) (Zig:8)
  A wyvern (Zig:9)
  2 redbacks
  10 ynoxinuls
  A fire bat (shapeshifter) (Zig:24)
  14 fire elementals
  80 wraiths
  A yak (Zig:6)
  A yak (shapeshifter) (Zig:21)
  A basilisk (shapeshifter) (Zig:27)
  A hog (shapeshifter) (Zig:24)
  3 golden eyes
  A golden eye (shapeshifter) (Zig:13)
  3 steam dragons
  A vampire mosquito (Zig:15)
  A hungry ghost (Zig:11)
  3 neqoxecs
  A warg (shapeshifter) (Zig:25)
  An elf simulacrum (Zig:24)
  23 chaos spawn
  2 mottled dragons (shapeshifter)
  21 large abominations
  8 wargs
  2 insubstantial wisps
  A naga (shapeshifter) (Zig:17)
  14 nagas
  A swamp worm (shapeshifter) (Zig:23)
  2 water moccasins
  5 swamp drakes
  A floating eye (Zig:1)
  2 floating eyes (shapeshifter)
  A swamp drake (shapeshifter) (Zig:20)
  17 orc warriors
  2 eyes of draining
  3 starcursed masses
  8 centaurs
  A tengu (shapeshifter) (Zig:23)
  10 ogres
  A crocodile (Zig:21)
  40 small abominations
  A bullfrog (D:5)
  4 earth elementals
  2 tengu skeletons
  A howler monkey (D:5)
  A howler monkey (shapeshifter) (Zig:20)
  An electric eel (shapeshifter) (Zig:19)
  4 iron imps
  A gnoll shaman (Zig:14)
  3 orc wizards
  A worker ant (shapeshifter) (Zig:23)
  4 mummies
  8 shadow imps
  7 white imps
  4 ball lightnings
  An orc (D:5)
  A ball python (shapeshifter) (Zig:14)
  2 frilled lizards (shapeshifter)
  8 blocks of ice
  119 briar patches
  48 crawling corpses
  43564 fire vortices
  22 fungi
  8 plants
  163 spectral weapons
  495 starspawn tentacles
  25 tentacles
48837 creatures vanquished.

Grand Total: 559948 creatures vanquished

Notes
Turn   | Place    | Note
-------+----------+-------------------------------------------
     0 | D:1      | Loki the Deep Dwarf Earth Elementalist began the quest for the Orb.
     0 | D:1      | Reached XP level 1. HP: 15/15 MP: 3/3
   404 | D:1      | Reached XP level 2. HP: 22/22 MP: 2/4
   433 | D:1      | Learned a level 2 spell: Passwall
   700 | D:1      | Reached skill level 1 in Transmutations
  1317 | D:1      | Reached skill level 5 in Earth Magic
  1370 | D:1      | Reached skill level 1 in Evocations
  1543 | D:2      | Reached XP level 3. HP: 28/28 MP: 4/6
  1812 | D:2      | Found a burning altar of Makhleb.
  1818 | D:2      | Became a worshipper of Makhleb the Destroyer
  2015 | D:2      | Learned a level 3 spell: Stone Arrow
  2325 | D:2      | Noticed Sigmund
  2722 | D:3      | Noticed Robin
  2728 | D:2      | Reached XP level 4. HP: 36/36 MP: 1/7
  3291 | D:3      | Reached * piety under Makhleb
  3368 | D:3      | Reached XP level 5. HP: 21/42 MP: 5/8
  4053 | D:3      | Reached skill level 1 in Conjurations
  4423 | D:3      | Reached XP level 6. HP: 35/49 MP: 2/9
  4645 | D:3      | Reached ** piety under Makhleb
  4710 | D:2      | Killed Robin
  4865 | D:3      | Learned a level 4 spell: Petrify
  5558 | D:4      | Noticed Natasha
  5568 | D:4      | Killed Natasha
  5624 | D:4      | Noticed Natasha
  5637 | D:4      | Killed Natasha
  5756 | D:4      | Found a blossoming altar of Fedhas.
  5829 | D:4      | Noticed Dowan
  5921 | D:4      | Noticed Xiguana's ghost (amateur HEAE)
  5984 | D:4      | Killed Xiguana's ghost
  5984 | D:4      | Reached XP level 7. HP: 55/55 MP: 2/11
  6281 | D:4      | Found a staircase to the Ecumenical Temple.
  6500 | D:4      | Noticed Natasha
  6501 | D:4      | Killed Natasha
  7016 | D:5      | Entered Level 5 of the Dungeon
  7395 | D:5      | Found a glowing drain.
  7399 | Sewer    | Entered a sewer
  7416 | Sewer    | Noticed Purgy
  7428 | Sewer    | Killed Purgy
  7482 | Sewer    | Reached *** piety under Makhleb
  7608 | D:5      | Reached XP level 8. HP: 55/62 MP: 5/13
  7768 | D:5      | Noticed Pikel
  7786 | D:5      | Killed Pikel
  7786 | D:5      | Reached skill level 5 in Stealth
  7805 | D:5      | Reached skill level 5 in Evocations
  8825 | D:2      | Killed Sigmund
  8825 | D:2      | Gained mutation: You passively map the area around you. [Deep Dwarf growth]
  8825 | D:2      | Reached XP level 9. HP: 63/68 MP: 10/14
  8981 | D:4      | Noticed Duvessa
  9838 | D:4      | Killed Duvessa
  9936 | D:4      | Killed Dowan
  9986 | D:4      | Reached skill level 10 in Earth Magic
  9996 | D:4      | Learned a level 5 spell: Lee's Rapid Deconstruction
 10106 | D:6      | Got a pitted leather armour
 10122 | D:6      | Identified the cursed +0 leather armour of Idealism {*Drain rElec Str+3} (You found it on level 6 of the Dungeon)
 10181 | D:6      | Found Uninayr's Armour Shoppe.
 10548 | D:6      | Found Sali's Assorted Antiques.
 10603 | D:6      | Found a glowing golden altar of the Shining One.
 10662 | D:6      | Found Hotya's Assorted Antiques.
 10682 | D:6      | Reached **** piety under Makhleb
 10779 | D:6      | Found Neiriseu's Armour Shoppe.
 10958 | D:6      | Found a bloodstained altar of Trog.
 11375 | D:6      | Bought a brown potion for 21 gold pieces
 11375 | D:6      | Bought a cyan potion for 21 gold pieces
 11375 | D:6      | Bought an amethyst potion for 21 gold pieces
 11389 | D:6      | Bought a scroll labeled ONOCHAXOPH for 25 gold pieces
 11389 | D:6      | Bought a scroll labeled CIDOPALOTZ for 25 gold pieces
 11418 | D:6      | Bought a +0 buckler for 58 gold pieces
 11453 | D:6      | Reached skill level 1 in Fighting
 11521 | D:6      | Bought a +0 pair of gloves for 58 gold pieces
 11568 | D:6      | Bought a blackened bone wand for 96 gold pieces
 11795 | D:7      | Reached skill level 1 in Shields
 12120 | D:7      | Reached XP level 10. HP: 78/80 MP: 11/17
 12814 | D:8      | Learned a level 2 spell: Sticks to Snakes
 13000 | D:8      | Reached ***** piety under Makhleb
 13427 | D:9      | Noticed Erica
 13537 | D:9      | Found Zamadojy's Weapon Emporium.
 13549 | D:9      | Found an iron altar of Okawaru.
 13549 | D:9      | Found a glowing silver altar of Zin.
 13550 | D:9      | Found a sacrificial altar of Ru.
 13559 | D:9      | Reached skill level 5 in Spellcasting
 13581 | D:9      | Reached skill level 5 in Transmutations
 13692 | D:9      | Found an iron altar of Okawaru.
 13758 | D:9      | Found Rilirhot's General Store.
 13758 | D:9      | Noticed Maurice
 13776 | D:9      | Killed Maurice
 13799 | D:9      | Bought a scroll of enchant weapon for 90 gold pieces
 14106 | D:10     | Entered Level 10 of the Dungeon
 14150 | D:10     | Noticed Harold
 14166 | D:10     | Reached skill level 1 in Long Blades
 14271 | D:10     | Found Karch's Book Shoppe.
 14336 | D:10     | Noticed Psyche
 14469 | D:10     | Found a staircase to the Lair.
 14528 | D:10     | Noticed Grum
 14534 | D:10     | Reached skill level 5 in Dodging
 14540 | D:10     | Killed Grum
 14614 | D:10     | Reached XP level 11. HP: 90/90 MP: 18/18
 14664 | D:10     | Noticed Snorg
 14822 | D:10     | Killed Snorg
 14865 | D:10     | Found a staircase to the Orcish Mines.
 14910 | D:10     | Noticed Sonja
 14924 | D:10     | Killed Sonja
 15083 | D:10     | Reached ****** piety under Makhleb
 15243 | D:10     | Killed Psyche
 15288 | D:10     | Killed Harold
 15436 | D:11     | Noticed a purple ugly thing
 15446 | D:11     | Killed a purple ugly thing
 15643 | D:11     | Noticed a fire giant
 15689 | Lair:1   | Entered Level 1 of the Lair of Beasts
 15713 | Lair:1   | Learned a level 3 spell: Spectral Weapon
 15766 | Lair:1   | Noticed a five-headed hydra
 15941 | Lair:1   | Reached skill level 1 in Hexes
 15941 | Lair:1   | Reached skill level 1 in Charms
 16183 | Lair:1   | Noticed a seven-headed hydra
 16367 | Lair:1   | Got a warped ring mail
 16646 | Lair:2   | Identified the +4 ring mail of the Ecumenical Temple {*Corrode rPois MP+9} (You found it on level 1 of the Lair of Beasts)
 16804 | Lair:2   | Found a frozen archway.
 16839 | IceCv    | Entered an ice cave
 16850 | IceCv    | Reached XP level 12. HP: 99/99 MP: 21/21
 17042 | IceCv    | Got a heavily runed lead ring
 17044 | IceCv    | Identified the ring of Nezaceni {*Contam rN+ Str+8 Int+10 Stlth-} (You found it in an ice cave)
 17301 | IceCv    | Got a creamy pearl robe
 17312 | IceCv    | Identified the +4 robe "Huguot" {Str+5} (You found it in an ice cave)
 17322 | IceCv    | Identified the Collected Works on Assistive Calling
 17943 | Lair:1   | Killed a five-headed hydra
 18107 | Lair:1   | Reached skill level 5 in Charms
 18384 | Lair:1   | Killed a seven-headed hydra
 19168 | Lair:3   | Noticed Fannar
 19838 | Lair:4   | Got a bloodstained plate armour
 20069 | Lair:4   | Found a hole to the Spider Nest.
 20353 | Lair:5   | Reached XP level 13. HP: 107/108 MP: 23/23
 20368 | Lair:5   | Reached skill level 5 in Fighting
 20390 | Lair:5   | Noticed Rupert
 20432 | Lair:5   | Killed Rupert
 20565 | Lair:5   | Reached skill level 10 in Stealth
 20606 | Lair:5   | Found a shimmering altar of Xom.
 20643 | Lair:5   | Reached skill level 5 in Long Blades
 20838 | Lair:5   | Reached skill level 5 in Hexes
 20991 | Lair:6   | Entered Level 6 of the Lair of Beasts
 21959 | Lair:6   | Reached skill level 10 in Evocations
 22544 | Lair:6   | Found a staircase to the Slime Pits.
 22561 | Lair:6   | Gained mutation: You resist negative energy. (rN+) [Deep Dwarf growth]
 22561 | Lair:6   | Reached XP level 14. HP: 97/123 MP: 1/25
 22777 | Orc:1    | Entered Level 1 of the Orcish Mines
 22831 | Orc:1    | Noticed Nergalle
 22858 | Orc:1    | Killed Nergalle
 23424 | Orc:2    | Entered Level 2 of the Orcish Mines
 23465 | Orc:2    | Noticed Nessos
 23470 | Orc:2    | Found a staircase to the Elven Halls.
 23477 | Orc:2    | Killed Nessos
 24020 | Orc:2    | Found a roughly hewn altar of Beogh.
 24367 | Orc:2    | Found Misoyhuv's Jewellery Shoppe.
 24367 | Orc:2    | Found Kumen's Assorted Antiques.
 24369 | Orc:2    | Found Puoss's Armour Shop.
 24369 | Orc:2    | Found Usomale's Assorted Antiques.
 24382 | Orc:2    | Bought a cyan potion for 17 gold pieces
 24382 | Orc:2    | Bought a scroll labeled TIKUTH GUACLABE for 19 gold pieces
 24382 | Orc:2    | Bought a cyan potion for 17 gold pieces
 24382 | Orc:2    | Bought a fizzy dark potion for 17 gold pieces
 24385 | Orc:2    | Bought an amethyst potion for 18 gold pieces
 24385 | Orc:2    | Bought a fizzy dark potion for 18 gold pieces
 24385 | Orc:2    | Bought a scroll of blinking for 157 gold pieces
 24385 | Orc:2    | Bought a scroll labeled KUERASS HIPAAR for 21 gold pieces
 24472 | Orc:2    | Bought the amulet of the Four Winds {rN+ MR+++ Clar} for 358 gold pieces
 24719 | D:9      | Found Lutir Hum's Distillery.
 24727 | D:9      | Bought a potion of curing for 45 gold pieces
 24727 | D:9      | Bought 2 potions of flight for 90 gold pieces
 24727 | D:9      | Bought a potion of resistance for 150 gold pieces
 24735 | D:9      | Killed Erica
 24874 | D:6      | Bought a scroll of identify for 48 gold pieces
 24874 | D:6      | Bought a scroll of identify for 48 gold pieces
 24888 | D:6      | Bought a short glass wand for 100 gold pieces
 24976 | D:9      | Bought a scroll of holy word for 90 gold pieces
 24992 | D:10     | Bought a book of Cantrips for 260 gold pieces
 24994 | D:10     | Learned a level 1 spell: Apportation
 25118 | Lair:3   | Killed Fannar
 25181 | Lair:3   | Found a staircase to the Swamp.
 25297 | Lair:1   | Learned a level 6 spell: Deflect Missiles
 25380 | D:11     | Killed a fire giant
 25385 | D:11     | Reached skill level 1 in Air Magic
 25664 | D:11     | Found Egryhorch's Antique Armour Emporium.
 25970 | D:11     | Found Egryhorch's Antique Armour Emporium.
 25998 | D:11     | Noticed Xiguana's ghost (journeyman TrWr)
 26943 | D:12     | Found a sparkling altar of Nemelex Xobeh.
 27100 | D:12     | You fall through a shaft for 3 floors!
 27100 | D:15     | Entered Level 15 of the Dungeon
 27278 | D:13     | Found Wegidol's Weapon Emporium.
 28179 | D:13     | Found a gate to the Vaults.
 28250 | D:13     | Reached XP level 15. HP: 134/134 MP: 1/28
 28991 | D:14     | Found a shattered altar of Ashenzari.
 30057 | D:15     | Reached skill level 5 in Air Magic
 30543 | D:15     | Noticed a frost giant
 30554 | D:15     | Killed a frost giant
 30555 | D:15     | Found a staircase to the Depths.
 30791 | D:11     | Noticed Josephine
 30798 | D:11     | Killed Josephine
 30920 | D:6      | Bought a +3 leather armour of poison resistance for 273 gold pieces
 31121 | Swamp:1  | Entered Level 1 of the Swamp
 32303 | Swamp:1  | Noticed a thorn hunter
 32316 | Swamp:1  | Killed a thorn hunter
 33366 | Swamp:3  | Reached skill level 10 in Spellcasting
 33621 | Swamp:3  | Reached XP level 16. HP: 141/141 MP: 30/30
 33952 | Swamp:4  | Entered Level 4 of the Swamp
 33952 | Swamp:4  | Noticed Nikola
 33972 | Swamp:4  | Killed Nikola
 33977 | Swamp:4  | Noticed Xiguana's ghost (journeyman VSGl)
 34211 | Swamp:4  | Noticed Louise
 34238 | Swamp:4  | Killed Louise
 34294 | Swamp:4  | Noticed a bone dragon
 34438 | Swamp:4  | Killed a bone dragon
 34630 | Swamp:4  | Noticed a thorn hunter
 34708 | Swamp:4  | Reached skill level 10 in Charms
 35003 | Swamp:4  | Killed a thorn hunter
 35087 | Swamp:4  | Noticed Aizul
 35106 | Swamp:4  | Killed Aizul
 35485 | Swamp:4  | Got a decaying rune of Zot
 35568 | Swamp:4  | Killed Xiguana's ghost
 36164 | Elf:1    | Entered Level 1 of the Elven Halls
 37176 | Elf:1    | Reached XP level 17. HP: 136/148 MP: 19/32
 37301 | Elf:2    | Found Abluaraz's Antique Armour Shoppe.
 37757 | Elf:2    | Found Wiaf's Magic Scroll Emporium.
 37983 | Elf:2    | Found a runed gate.
 37983 | Elf:2    | Found a runed gate.
 37984 | Elf:2    | Found a runed gate.
 38288 | Elf:3    | Entered Level 3 of the Elven Halls
 38919 | Elf:3    | Found Xioli's Assorted Antiques.
 39002 | Elf:3    | Bought a scroll of identify for 60 gold pieces
 39764 | Elf:3    | Reached skill level 10 in Long Blades
 39781 | Elf:3    | Reached skill level 10 in Air Magic
 39792 | Elf:3    | Noticed a deep elf blademaster
 39793 | Elf:3    | Noticed a deep elf blademaster
 39915 | Elf:3    | Killed a deep elf blademaster
 40146 | Elf:3    | Killed a deep elf blademaster
 40379 | Elf:3    | Gained mutation: You passively map a large area around you. [Deep Dwarf growth]
 40379 | Elf:3    | Reached XP level 18. HP: 159/159 MP: 17/33
 40862 | Elf:3    | Got a faintly glowing mace {venom}
 41053 | Elf:3    | Got a fine falchion
 41054 | Elf:3    | Identified the +6 falchion of the Vaults {slice, rPois rN++ Str+2} (You found it on level 3 of the Elven Halls)
 41067 | Elf:3    | Identified Lookh's Grimoire of Fiery Dislocation
 41107 | Elf:3    | Got a steaming scale mail
 41343 | Elf:3    | Reached skill level 5 in Shields
 41396 | Elf:3    | Identified the Collected Works on Displaced Air
 41403 | Elf:3    | Learned a level 4 spell: Passage of Golubria
 41407 | Elf:3    | Got an ichor-stained hunting sling
 41886 | D:6      | Bought the +3 robe of Folly {Archmagi, MR-- Int+5} for 702 gold pieces
 42168 | Spider:1 | Entered Level 1 of the Spider Nest
 43560 | Spider:2 | Reached skill level 10 in Shields
 43763 | Spider:2 | Noticed Xiguana's ghost (journeyman VSGl)
 43990 | Spider:2 | Killed Xiguana's ghost
 44022 | Spider:2 | Reached skill level 1 in Armour
 44478 | Spider:2 | Reached skill level 1 in Translocations
 45467 | Spider:4 | Entered Level 4 of the Spider Nest
 45598 | Spider:4 | Reached XP level 19. HP: 128/168 MP: 30/34
 46069 | Spider:4 | Reached skill level 10 in Dodging
 46303 | Spider:4 | Reached skill level 10 in Fighting
 46793 | Spider:4 | Got a gossamer rune of Zot
 47214 | Vaults:1 | Entered Level 1 of the Vaults
 47311 | Vaults:1 | Cast into level 4 of the Abyss (a Zot trap)
 47312 | Abyss:4  | Found a corrupted altar of Lugonu.
 47386 | Abyss:4  | Found a shattered altar of Ashenzari.
 47421 | Abyss:4  | Noticed a hellephant
 47434 | Vaults:1 | Escaped the Abyss
 48227 | Vaults:1 | Reached skill level 5 in Translocations
 49062 | Vaults:2 | Got a dazzling short sword
 49343 | Vaults:2 | Reached XP level 20. HP: 172/178 MP: 31/36
 49795 | Vaults:2 | Found a staircase to the Crypt.
 50385 | Vaults:3 | Noticed Jorgrun
 50396 | Vaults:3 | Killed Jorgrun
 50445 | Vaults:3 | Found Inalu's General Store.
 50476 | Vaults:3 | Bought a potion of might for 56 gold pieces
 50476 | Vaults:3 | Bought a scroll of identify for 28 gold pieces
 50479 | Vaults:3 | Identified a scroll of acquirement
 50481 | Vaults:3 | Got a jewelled hat
 50492 | Vaults:3 | Identified the +2 hat of Prudence {rN+} (You acquired it on level 3 of the Vaults)
 51720 | Vaults:4 | Noticed Bai Suzhen
 51818 | Vaults:4 | Found Qunwypp's Weapon Shoppe.
 51826 | Vaults:4 | Bought a throwing net for 51 gold pieces
 51852 | Vaults:4 | Found Ceecloi's Assorted Antiques.
 51968 | Vaults:4 | Noticed Sojobo
 52080 | Vaults:4 | Killed Sojobo
 52408 | Vaults:4 | Found Zezucav's Armour Shoppe.
 52440 | Vaults:4 | Reached XP level 21. HP: 188/188 MP: 34/38
 52610 | Vaults:4 | Noticed a golden dragon
 52622 | Vaults:4 | Killed a golden dragon
 52800 | Vaults:4 | Found Yrisemm's Book Boutique.
 52801 | Vaults:4 | Found Tarob's Armour Shop.
 53050 | Crypt:1  | Entered Level 1 of the Crypt
 53096 | Crypt:1  | Noticed Boris
 53137 | Crypt:1  | Killed Boris
 53152 | Crypt:1  | Noticed Mara
 53158 | Crypt:1  | Noticed Loki's illusion
 53165 | Crypt:1  | Killed Mara
 53556 | Crypt:1  | Reached skill level 15 in Shields
 54077 | Crypt:2  | Noticed Frederick
 54198 | Crypt:2  | Killed Frederick
 54588 | Crypt:3  | Entered Level 3 of the Crypt
 54936 | Crypt:3  | Found a staircase to the Tomb.
 55496 | Crypt:3  | Got a glittering copper ring
 55507 | Crypt:3  | Reached XP level 22. HP: 200/200 MP: 34/40
 55587 | Crypt:3  | Noticed Mennas
 55945 | Crypt:3  | Identified the ring of Due Proportion {*Contam rF+ rN++} (You took it off a guardian mummy on level 3 of the Crypt)
 56028 | Crypt:3  | Noticed a greater mummy
 56081 | Crypt:3  | Killed a greater mummy
 56083 | Crypt:3  | Got a serpentine brass ring
 56290 | Crypt:2  | Gained mutation: You occasionally shout uncontrollably at your foes. [mutagenic glow]
 56293 | Crypt:2  | Identified the ring of Raup {rN+ Str+4 Dex+4} (You took it off a greater mummy on level 3 of the Crypt)
 56738 | Slime:1  | Entered Level 1 of the Pits of Slime
 57231 | Slime:3  | Reached skill level 15 in Dodging
 57406 | Slime:5  | Entered Level 5 of the Pits of Slime
 57969 | Slime:5  | Reached skill level 15 in Spellcasting
 58077 | Slime:4  | Gained mutation: You are agile. (Dex +2) [a shining eye]
 58212 | Slime:5  | Noticed the Royal Jelly
 58271 | Slime:5  | Found a viscous altar of Jiyva.
 58356 | Slime:5  | Killed the Royal Jelly
 58442 | Slime:5  | Learned a level 3 spell: Ozocubu's Armour
 58606 | Slime:5  | Identified the Catalogue of the Harmful Traveller
 58653 | Slime:5  | Got a slimy rune of Zot
 58696 | Slime:5  | Got a pair of slimy gloves
 58707 | Slime:5  | Identified the +3 pair of gloves of Good Intentions {SInv Stlth+} (You acquired it on level 5 of the Pits of Slime)
 58753 | Slime:5  | Learned a level 3 spell: Lesser Beckoning
 58756 | Slime:5  | Learned a level 2 spell: Blink
 59000 | D:11     | Killed Xiguana's ghost
 59015 | D:11     | Learned a level 5 spell: Fireball
 59022 | D:11     | Learned a level 6 spell: Bolt of Fire
 59169 | Depths:1 | Entered Level 1 of the Depths
 59169 | Depths:1 | Found Fyfoklad's Elemental Accessories.
 59174 | Depths:1 | Reached skill level 1 in Fire Magic
 59180 | Depths:1 | Reached XP level 23. HP: 214/214 MP: 39/42
 59264 | Depths:1 | Reached skill level 5 in Fire Magic
 59505 | Depths:1 | Found a gateway to Hell.
 59951 | Depths:1 | Found a one-way gate leading to the halls of Pandemonium.
 60002 | Depths:1 | Reached skill level 10 in Fire Magic
 60387 | Depths:2 | Reached skill level 5 in Conjurations
 61372 | Depths:2 | Identified the Guide on Self-Improvement
 61464 | Depths:2 | Got an ancient short sword
 61535 | Depths:2 | Got an ancient wooden ring
 61537 | Depths:2 | Identified the ring "Vemugesch" {rN+ Int+3 Stlth+} (You found it on level 2 of the Depths)
 62251 | Depths:3 | Got an ancient ivory ring
 62264 | Depths:3 | Identified the ring "Joeguem" {rC+ rN+ MR+ Dex+2 Stlth-} (You took it off a spriggan defender on level 3 of the Depths)
 62592 | Depths:3 | Found a one-way gate to the infinite horrors of the Abyss.
 62731 | Depths:3 | Reached XP level 24. HP: 224/224 MP: 42/42
 63952 | Depths:4 | Found Hariykk's Book Boutique.
 64499 | Lair:1   | Learned a level 1 spell: Animate Skeleton
 64775 | Depths:5 | Entered Level 5 of the Depths
 64783 | Depths:5 | Reached skill level 1 in Necromancy
 64873 | Depths:5 | Got a clouded lapis lazuli ring
 64875 | Depths:5 | Identified the ring "Qaygimi" {*Corrode rF+ rN+ Dex+3 Stlth-} (You found it on level 5 of the Depths)
 65030 | Depths:5 | Found Cunit's Gadget Boutique.
 65030 | Depths:5 | Found Paoxod's Jewellery Emporium.
 65031 | Depths:5 | Found Caol's Jewellery Emporium.
 65045 | Depths:5 | Bought a cursed amulet of inaccuracy for 40 gold pieces
 65049 | Depths:5 | Bought a cursed ring of teleportation for 94 gold pieces
 65248 | Depths:5 | Found a gateway to a ziggurat.
 65330 | Depths:5 | Reached skill level 5 in Necromancy
 65765 | Depths:5 | Found a gate to the Realm of Zot.
 66073 | Zot:1    | Entered Level 1 of the Realm of Zot
 66591 | Vaults:5 | Entered Level 5 of the Vaults
 66618 | Vaults:5 | Noticed an ancient lich
 66633 | Vaults:5 | Noticed an ancient lich
 66743 | Vaults:5 | Noticed an ancient lich
 66758 | Vaults:5 | Killed an ancient lich
 66833 | Vaults:5 | Reached XP level 25. HP: 103/231 MP: 32/43
 66849 | Vaults:5 | Noticed an ancient lich
 66937 | Vaults:5 | Reached skill level 10 in Necromancy
 66971 | Vaults:5 | Got a warped iron ring
 66973 | Vaults:5 | Identified the ring "Ifain" {Wiz Dex+2} (You took it off a deep elf mage on level 5 of the Vaults)
 67019 | Vaults:5 | Noticed an ancient lich
 67176 | Vaults:5 | Reached skill level 10 in Transmutations
 67613 | Vaults:5 | Killed an ancient lich
 67830 | Vaults:5 | Killed an ancient lich
 68057 | Vaults:5 | Killed an ancient lich
 68067 | Vaults:5 | Killed an ancient lich
 68140 | Vaults:5 | Got a jewelled leather armour
 68283 | Vaults:5 | Got a twisted mace {venom}
 68461 | Vaults:5 | Got a silver rune of Zot
 68589 | Vaults:5 | Reached XP level 26. HP: 240/240 MP: 41/44
 68607 | Vaults:5 | Identified the Papyrus of Shifting Intoxication
 68617 | Vaults:5 | Identified the Collected Works on Spatial Summoning
 70245 | Zot:1    | Reached skill level 15 in Necromancy
 70674 | Zot:1    | Paralysed by a Zot trap for 2 turns
 71799 | Zot:2    | Found a shimmering altar of Xom.
 72344 | Zot:3    | Reached skill level 15 in Fighting
 73011 | Zot:3    | Reached XP level 27. HP: 248/248 MP: 39/44
 74226 | Depths:4 | Bought a Necronomicon for 1987 gold pieces
 74235 | Depths:4 | Learned a level 8 spell: Necromutation
 75188 | Crypt:3  | Killed Mennas
 75408 | Crypt:3  | Got an ancient ivory amulet
 75412 | Crypt:3  | Identified the amulet "Muosch" {rPois Regen+ Int+4 SInv} (You took it off a guardian mummy on level 3 of the Crypt)
 75664 | Crypt:3  | Got a smoking glass ring
 75667 | Crypt:3  | Identified the ring of the Three Ships {-Tele rF+ rN+ Stlth+} (You took it off a guardian mummy on level 3 of the Crypt)
 76123 | Vaults:4 | Killed Bai Suzhen
 77038 | Elf:2    | Noticed Azrael
 77045 | Elf:2    | Killed Azrael
 79574 | Slime:2  | Noticed Dissolution
 79584 | Slime:2  | Killed Dissolution
 82804 | Elf:2    | Bought a glowing helmet for 294 gold pieces
 83449 | Crypt:3  | Got a crude short sword
 85806 | Depths:1 | Gained mutation: You sometimes yell uncontrollably at your foes. [potion of mutation]
 85806 | Depths:1 | Gained mutation: You possess an exceptional clarity of mind. [potion of mutation]
 85807 | Depths:1 | Lost mutation: You possess an exceptional clarity of mind. [potion of cure mutation]
 85807 | Depths:1 | Lost mutation: You are agile. (Dex +2) [potion of cure mutation]
 85807 | Depths:1 | Lost mutation: You sometimes yell uncontrollably at your foes. [potion of cure mutation]
 85807 | Depths:1 | Lost mutation: You occasionally shout uncontrollably at your foes. [potion of cure mutation]
 85808 | Depths:1 | Gained mutation: You are dopey. (Int -2) [potion of mutation]
 85808 | Depths:1 | Gained mutation: Armour fits poorly on your strangely shaped body. [potion of mutation]
 85808 | Depths:1 | Gained mutation: You are agile. (Dex +2) [potion of mutation]
 85809 | Depths:1 | Lost mutation: You are dopey. (Int -2) [potion of cure mutation]
 85809 | Depths:1 | Lost mutation: You are agile. (Dex +2) [potion of cure mutation]
 85809 | Depths:1 | Lost mutation: Armour fits poorly on your strangely shaped body. [potion of cure mutation]
 85810 | Depths:1 | Gained mutation: Your muscles are strong. (Str +2) [potion of mutation]
 85810 | Depths:1 | Gained mutation: You have large cloven feet. [potion of mutation]
 85810 | Depths:1 | Gained mutation: You are frail. (-10% HP) [potion of mutation]
 85811 | Depths:1 | Lost mutation: Your muscles are strong. (Str +2) [potion of cure mutation]
 85811 | Depths:1 | Lost mutation: You have large cloven feet. [potion of cure mutation]
 85811 | Depths:1 | Lost mutation: You are frail. (-10% HP) [potion of cure mutation]
 85812 | Depths:1 | Gained mutation: You have a pair of small antennae on your head. [potion of mutation]
 85812 | Depths:1 | Gained mutation: You have very sharp teeth. [potion of mutation]
 85813 | Depths:1 | Lost mutation: You have a pair of small antennae on your head. [potion of cure mutation]
 85814 | Depths:1 | Gained mutation: You have a pair of small antennae on your head. [potion of mutation]
 85814 | Depths:1 | Gained mutation: You have sharp fingernails. [potion of mutation]
 85815 | Depths:1 | Lost mutation: You have sharp fingernails. [potion of cure mutation]
 85815 | Depths:1 | Lost mutation: You have a pair of small antennae on your head. [potion of cure mutation]
 85816 | Depths:1 | Gained mutation: Your flesh is heat resistant. (rF+) [potion of mutation]
 85816 | Depths:1 | Gained mutation: You are surrounded by a mild repulsion field. (EV +2) [potion of mutation]
 85816 | Depths:1 | Gained mutation: You have sharp fingernails. [potion of mutation]
 86138 | Tomb:1   | Entered Level 1 of the Tomb of the Ancients
 86432 | Tomb:1   | Noticed an ancient lich
 86442 | Tomb:1   | Killed an ancient lich
 86925 | Tomb:1   | Identified the Volume of Fire and the Snowflakes
 86962 | Tomb:1   | Noticed a greater mummy
 86976 | Tomb:1   | Killed a greater mummy
 87034 | Tomb:1   | Noticed a greater mummy
 87046 | Tomb:1   | Killed a greater mummy
 87807 | Tomb:1   | Noticed a greater mummy
 87836 | Tomb:1   | Killed a greater mummy
 87938 | Tomb:1   | Noticed a greater mummy
 87964 | Tomb:1   | Killed a greater mummy
 87999 | Tomb:1   | Noticed a greater mummy
 88127 | Tomb:1   | Noticed a greater mummy
 88268 | Tomb:1   | Noticed a greater mummy
 88274 | Tomb:1   | Killed a greater mummy
 88341 | Tomb:1   | Noticed a greater mummy
 88351 | Tomb:1   | Killed a greater mummy
 88502 | Tomb:1   | Noticed a greater mummy
 88506 | Tomb:1   | Killed a greater mummy
 88506 | Tomb:1   | Reached skill level 15 in Transmutations
 88528 | Tomb:1   | Noticed a greater mummy
 88548 | Tomb:1   | Killed a greater mummy
 88847 | Tomb:1   | Killed a greater mummy
 88847 | Tomb:1   | Reached skill level 5 in Armour
 88975 | Tomb:1   | Killed a greater mummy
 89714 | Depths:1 | Learned a level 6 spell: Iron Shot
 90268 | Tomb:1   | Noticed a greater mummy
 90319 | Tomb:1   | Killed a greater mummy
 90372 | Tomb:1   | Noticed a greater mummy
 90398 | Tomb:1   | Killed a greater mummy
 90400 | Tomb:1   | Noticed a greater mummy
 90403 | Tomb:1   | Noticed a greater mummy
 90418 | Tomb:1   | Killed a greater mummy
 90422 | Tomb:1   | Killed a greater mummy
 90634 | Tomb:1   | Noticed a greater mummy
 90656 | Tomb:1   | Killed a greater mummy
 90801 | Tomb:1   | Noticed a greater mummy
 90850 | Tomb:1   | Killed a greater mummy
 90923 | Tomb:1   | Noticed a greater mummy
 90964 | Tomb:1   | Killed a greater mummy
 90995 | Tomb:1   | Noticed a greater mummy
 91000 | Tomb:1   | Noticed a greater mummy
 91036 | Tomb:1   | Killed a greater mummy
 91087 | Tomb:1   | Killed a greater mummy
 91151 | Tomb:1   | Noticed a greater mummy
 91157 | Tomb:1   | Killed a greater mummy
 91203 | Tomb:1   | Noticed a greater mummy
 91207 | Tomb:1   | Killed a greater mummy
 91307 | Tomb:2   | Noticed a greater mummy
 91323 | Tomb:2   | Noticed a greater mummy
 91331 | Tomb:2   | Killed a greater mummy
 91334 | Tomb:2   | Killed a greater mummy
 91410 | Tomb:2   | Got a fine trident
 91444 | Tomb:2   | Noticed a greater mummy
 91481 | Tomb:1   | Killed a greater mummy
 91545 | Tomb:2   | Noticed a greater mummy
 91564 | Tomb:2   | Killed a greater mummy
 92176 | Tomb:2   | Reached skill level 1 in Throwing
 92209 | Tomb:3   | Entered Level 3 of the Tomb of the Ancients
 92347 | Tomb:3   | Noticed a greater mummy
 92348 | Tomb:3   | Noticed a greater mummy
 92350 | Tomb:3   | Noticed Khufu
 92388 | Tomb:3   | Killed a greater mummy
 92390 | Tomb:3   | Noticed a greater mummy
 92390 | Tomb:3   | Noticed a greater mummy
 92390 | Tomb:3   | Noticed a greater mummy
 92442 | Tomb:3   | Noticed a greater mummy
 92452 | Tomb:2   | Killed a greater mummy
 92480 | Tomb:2   | Killed a greater mummy
 92480 | Tomb:2   | Killed Khufu
 92545 | Tomb:2   | Killed a greater mummy
 92545 | Tomb:2   | Killed a greater mummy
 92545 | Tomb:2   | Reached skill level 15 in Evocations
 92583 | Tomb:3   | Reached skill level 5 in Throwing
 92586 | Tomb:3   | Killed a greater mummy
 92717 | Tomb:3   | Noticed a greater mummy
 92751 | Tomb:3   | Noticed a greater mummy
 92768 | Tomb:3   | Killed a greater mummy
 92811 | Tomb:2   | Killed a greater mummy
 94239 | Tomb:3   | Got a shimmering ring mail
 94246 | Tomb:3   | Got a sheer robe
 94250 | Tomb:3   | Got an ancient broad axe
 94252 | Tomb:3   | Identified the Disquisition on Toxins
 94258 | Tomb:3   | Got a polished hunting sling
 94275 | Tomb:3   | Identified a +2 rod of ignition (13/13) (You found it on level 3 of the Tomb of the Ancients)
 94295 | Tomb:3   | Got a fine spear
 94312 | Tomb:3   | Identified the Grimoire of the Immovable Eyes
 94337 | Tomb:3   | Got a golden rune of Zot
 94398 | Tomb:3   | Identified the +6 spear "Pucetem" {flame, Dex+5} (You found it on level 3 of the Tomb of the Ancients)
 94864 | Depths:1 | Identified the +4 broad axe of Supply {protect, Int+4} (You found it on level 3 of the Tomb of the Ancients)
 95084 | D:9      | Bought 3 needles of paralysis for 21 gold pieces
 95205 | D:6      | Bought a +0 helmet of intelligence for 172 gold pieces
 95401 | Elf:3    | Bought a metal-bound book for 450 gold pieces
 95401 | Elf:3    | Bought a warped war axe for 255 gold pieces
 95402 | Elf:3    | Identified the cursed +3 war axe of Ecluunin {drain, *Slow rC++} (You bought it in a shop on level 3 of the Elven Halls)
 95530 | Orc:2    | Bought a +1 pair of boots for 161 gold pieces
 95555 | Orc:2    | Bought the ring of Robustness {AC+8} for 1536 gold pieces
 96542 | Orc:2    | Bought a runed dagger for 152 gold pieces
 96793 | Hell     | Entered the Vestibule of Hell
 96793 | Hell     | Noticed Geryon
 96799 | Hell     | Found a gateway to the freezing wastes of Cocytus.
 97090 | Hell     | Paralysed by the power of Zot for 5 turns
 97183 | Hell     | Found a gateway to the Iron City of Dis.
 97266 | Hell     | Found a gateway to the ashen valley of Gehenna.
 97352 | Hell     | Killed Geryon
 97516 | Hell     | Found a gateway to the decaying netherworld of Tartarus.
 97835 | Geh:1    | Entered Level 1 of Gehenna
 98203 | Geh:7    | Entered Level 7 of Gehenna
 98278 | Geh:7    | Reached skill level 10 in Throwing
 99077 | Geh:7    | Noticed Asmodeus
 99152 | Geh:7    | Killed Asmodeus
 99212 | Geh:7    | Got a bloodstained scale mail
 99231 | Geh:7    | Got an ancient spear
 99232 | Geh:7    | Identified the +7 spear of the Lurker {flame, Str+5} (You found it on level 7 of Gehenna)
 99286 | Geh:7    | Got an amber-encrusted leather armour
 99291 | Geh:7    | Got a dazzling spear
 99293 | Geh:7    | Identified the Papyrus of Bewitchment
 99297 | Geh:7    | Got an iridescent flail
 99308 | Geh:7    | Got an obsidian rune of Zot
 99327 | Geh:7    | Identified the cursed +0 flail "Viasie Ylox" {flame, MR+} (You found it on level 7 of Gehenna)
 99335 | Geh:7    | Got an iridescent hunting sling
 99720 | Coc:1    | Entered Level 1 of Cocytus
100107 | Coc:7    | Entered Level 7 of Cocytus
100576 | Coc:7    | Reached skill level 15 in Throwing
100875 | Coc:7    | Noticed the Serpent of Hell
101772 | Coc:7    | Killed the Serpent of Hell
101898 | Coc:7    | Noticed Antaeus
102011 | Coc:7    | Killed Antaeus
102079 | Coc:7    | Got a twisted ring mail
102140 | Coc:7    | Got an icy rune of Zot
102261 | Coc:7    | Identified the ring "Qolulecw" {rC- rN+ Str+6 Dex+3} (You found it on level 7 of Cocytus)
102276 | Coc:7    | Identified the +1 ring mail of Paranoia {rElec rPois MR+ Int+3} (You took it off a skeletal warrior on level 7 of Cocytus)
102461 | Tar:1    | Entered Level 1 of Tartarus
103039 | Tar:7    | Entered Level 7 of Tartarus
103208 | Tar:7    | Noticed an ancient lich
103213 | Tar:7    | Killed an ancient lich
104156 | Tar:7    | Got a slimy plate armour
104249 | Tar:7    | Noticed Ereshkigal
104628 | Tar:7    | Killed Ereshkigal
104649 | Tar:7    | Got a bone rune of Zot
105047 | Zot:5    | Entered Level 5 of the Realm of Zot
105446 | Zot:5    | Noticed an orb of fire
105465 | Zot:5    | Killed an orb of fire
105580 | Zot:5    | Noticed an ancient lich
105585 | Zot:5    | Killed an ancient lich
105782 | Zot:5    | Noticed an orb of fire
105795 | Zot:5    | Killed an orb of fire
105926 | Zot:5    | Noticed an orb of fire
105986 | Zot:5    | Killed an orb of fire
106095 | Zot:5    | Noticed an orb of fire
106103 | Zot:5    | Noticed an orb of fire
106107 | Zot:5    | Killed an orb of fire
106279 | Zot:5    | Noticed an ancient lich
106286 | Zot:5    | Killed an orb of fire
106288 | Zot:5    | Killed an ancient lich
106364 | Zot:5    | Noticed an orb of fire
106382 | Zot:5    | Noticed an orb of fire
106383 | Zot:5    | Noticed an orb of fire
106390 | Zot:5    | Killed an orb of fire
107048 | Zot:5    | Killed an orb of fire
107060 | Zot:5    | Killed an orb of fire
107095 | Zot:5    | Noticed an orb of fire
107110 | Zot:5    | Killed an orb of fire
108226 | Depths:1 | Learned a level 9 spell: Tornado
108347 | Dis:1    | Entered Level 1 of the Iron City of Dis
108997 | Dis:7    | Entered Level 7 of the Iron City of Dis
110078 | Dis:7    | Identified the Volume of the Lucky Entourage
110105 | Dis:7    | Got a glittering wooden ring
110274 | Dis:7    | Identified the Catalogue of Igneous Battle Magic
110278 | Dis:7    | Got an encrusted war axe
110792 | Dis:7    | Identified the ring "Zalipt" {rF+ Slay+5} (You found it on level 7 of the Iron City of Dis)
110825 | Dis:7    | Noticed Dispater
110942 | Dis:7    | Killed Dispater
111159 | Dis:7    | Got an iron rune of Zot
111161 | Dis:7    | Got a turquoise-encrusted plate armour
111189 | Dis:7    | Identified a +4 rod of ignition (10/10) (You found it on level 7 of the Iron City of Dis)
111546 | Depths:1 | Learned a level 6 spell: Conjure Ball Lightning
111582 | Pan      | Entered Pandemonium
111693 | Pan      | Noticed Teeg the pandemonium lord
111699 | Pan      | Killed Teeg the pandemonium lord
111756 | Pan      | Got a demonic rune of Zot
111994 | Pan      | Reached skill level 15 in Air Magic
112042 | Pan      | Found an exit through the horrors of the Abyss.
112321 | Depths:1 | Escaped Pandemonium
112339 | Depths:1 | Got a scorched cloak
112350 | Depths:1 | Identified the +0 cloak of Immorality {rN+} (You acquired it on level 1 of the Depths)
112419 | Pan      | Entered Pandemonium
112569 | Pan      | Found an exit through the horrors of the Abyss.
112599 | Pan      | Noticed Jemyebok the pandemonium lord
112605 | Pan      | Killed Jemyebok the pandemonium lord
113104 | Pan      | Found an exit through the horrors of the Abyss.
113327 | Pan      | Noticed Udeastro the pandemonium lord
113612 | Pan      | Killed Udeastro the pandemonium lord
113941 | Depths:1 | Escaped Pandemonium
113971 | Pan      | Entered Pandemonium
114011 | Pan      | Noticed Jotzi the pandemonium lord
114042 | Pan      | Found an exit through the horrors of the Abyss.
114274 | Pan      | Killed Jotzi the pandemonium lord
114607 | Pan      | Noticed Wosympil the pandemonium lord
114644 | Pan      | Killed Wosympil the pandemonium lord
114887 | Pan      | Found an exit through the horrors of the Abyss.
115371 | Pan      | Noticed Loki's ghost (legendary DDEE)
115565 | Pan      | Noticed Zatokey the pandemonium lord
115730 | Pan      | Found an exit through the horrors of the Abyss.
116613 | Depths:1 | Escaped Pandemonium
116682 | Pan      | Entered Pandemonium
116893 | Pan      | Found an exit through the horrors of the Abyss.
116950 | Pan      | Noticed Omuud the pandemonium lord
116964 | Pan      | Killed Omuud the pandemonium lord
117634 | Depths:1 | Escaped Pandemonium
117668 | Pan      | Entered Pandemonium
117785 | Pan      | Noticed Figof the pandemonium lord
117788 | Pan      | Killed Figof the pandemonium lord
117994 | Pan      | Found an exit through the horrors of the Abyss.
118855 | Pan      | Found an exit through the horrors of the Abyss.
119061 | Pan      | Noticed Jyotyic the pandemonium lord
119069 | Pan      | Killed Jyotyic the pandemonium lord
119216 | Pan      | Got a steaming chain mail
119220 | Pan      | Entered the realm of Lom Lobon.
119283 | Pan      | Got a diamond-encrusted chain mail
119572 | Pan      | Found an exit through the horrors of the Abyss.
120250 | Pan      | Noticed Lom Lobon
120435 | Pan      | Killed Lom Lobon
120472 | Pan      | Got a magical rune of Zot
120685 | Depths:1 | Escaped Pandemonium
120747 | Pan      | Entered the realm of Cerebov.
120747 | Pan      | Entered Pandemonium
120982 | Pan      | Found an exit through the horrors of the Abyss.
121110 | Pan      | Got a transparent granite ring
121120 | Pan      | Identified the ring of Wuenu {rElec rPois rN+ MP+9 Int-4} (You found it in Pandemonium)
121170 | Pan      | Noticed Cerebov
121275 | Pan      | Killed Cerebov
121348 | Pan      | Got a fiery rune of Zot
121349 | Pan      | Identified the Volume of Flight and Talismans
121369 | Pan      | Got a smoking granite ring
121371 | Pan      | Identified the ring of Midwinter {+Fly Str+6 Dex-3 SInv Stlth+} (You found it in Pandemonium)
122101 | Pan      | Identified a +5 rod of inaccuracy (9/9) (You found it in Pandemonium)
122161 | Pan      | Found an exit through the horrors of the Abyss.
122220 | Pan      | Noticed Qicox the pandemonium lord
122253 | Pan      | Killed Qicox the pandemonium lord
122347 | Pan      | Got a jewelled plate armour
122965 | Depths:1 | Escaped Pandemonium
123088 | Pan      | Entered Pandemonium
123209 | Pan      | Noticed Jattyruw the pandemonium lord
123220 | Pan      | Killed Jattyruw the pandemonium lord
123715 | Pan      | Found an exit through the horrors of the Abyss.
123928 | Depths:1 | Escaped Pandemonium
123960 | Pan      | Entered Pandemonium
124450 | Pan      | Found an exit through the horrors of the Abyss.
125107 | Pan      | Noticed Kelanu Ruzui the pandemonium lord
125256 | Pan      | Killed Kelanu Ruzui the pandemonium lord
125331 | Depths:1 | Escaped Pandemonium
125431 | Pan      | Entered Pandemonium
125520 | Pan      | Found an exit through the horrors of the Abyss.
125687 | Pan      | Noticed Bietz the pandemonium lord
125700 | Pan      | Killed Bietz the pandemonium lord
125989 | Depths:1 | Escaped Pandemonium
126033 | Pan      | Entered Pandemonium
126097 | Pan      | Found an exit through the horrors of the Abyss.
126541 | Pan      | Reached skill level 10 in Conjurations
126669 | Pan      | Noticed Reumm the pandemonium lord
126693 | Pan      | Killed Reumm the pandemonium lord
127115 | Depths:1 | Escaped Pandemonium
127214 | Pan      | Entered Pandemonium
127278 | Pan      | Found an exit through the horrors of the Abyss.
127433 | Pan      | Got an ancient dagger
127599 | Pan      | Noticed Heawkuw the pandemonium lord
127615 | Pan      | Killed Heawkuw the pandemonium lord
128792 | Pan      | Found an exit through the horrors of the Abyss.
129703 | Pan      | Found an exit through the horrors of the Abyss.
130004 | Pan      | Noticed Osynim the pandemonium lord
130009 | Pan      | Killed Osynim the pandemonium lord
130743 | Depths:1 | Escaped Pandemonium
130779 | Depths:1 | Identified the +3 dagger "Xikhil" {freeze, rPois Str+5 Dex-2 SInv} (You found it in Pandemonium)
130831 | Pan      | Entered the realm of Gloorx Vloq.
130831 | Pan      | Entered Pandemonium
131240 | Pan      | Noticed Gloorx Vloq
131255 | Pan      | Killed Gloorx Vloq
131288 | Pan      | Got a dark rune of Zot
131456 | Pan      | Found an exit through the horrors of the Abyss.
131956 | Pan      | Noticed Qemi the pandemonium lord
132492 | Pan      | Found an exit through the horrors of the Abyss.
132510 | Pan      | Killed Qemi the pandemonium lord
132660 | Pan      | Found an exit through the horrors of the Abyss.
132916 | Pan      | Noticed Qohirhun the pandemonium lord
132936 | Pan      | Killed Qohirhun the pandemonium lord
133653 | Pan      | Noticed Beukezul the pandemonium lord
133670 | Pan      | Killed Beukezul the pandemonium lord
133815 | Pan      | Found an exit through the horrors of the Abyss.
134345 | Pan      | Found an exit through the horrors of the Abyss.
134377 | Pan      | Noticed Ruppe Onog the pandemonium lord
134384 | Pan      | Killed Ruppe Onog the pandemonium lord
135035 | Depths:1 | Escaped Pandemonium
135075 | Pan      | Entered Pandemonium
135191 | Pan      | Noticed Oluwiaz the pandemonium lord
135208 | Pan      | Killed Oluwiaz the pandemonium lord
135579 | Pan      | Found an exit through the horrors of the Abyss.
135868 | Depths:1 | Escaped Pandemonium
135973 | Pan      | Entered Pandemonium
135992 | Pan      | Found a runed door.
136000 | Pan      | Found a runed door.
136016 | Pan      | Noticed Odafi the pandemonium lord
136026 | Pan      | Cast into level 4 of the Abyss (Odafi)
136107 | Abyss:4  | Got an abyssal rune of Zot
136138 | Abyss:5  | Entered Level 5 of the Abyss
136321 | Pan      | Escaped the Abyss
136360 | Pan      | Found a runed door.
136362 | Pan      | Killed Odafi the pandemonium lord
136451 | Pan      | Found a runed door.
136672 | Pan      | Found an exit through the horrors of the Abyss.
136790 | Pan      | Found an exit through the horrors of the Abyss.
136833 | Pan      | Got a translucent ring mail
136863 | Pan      | Found a huge runed gate.
136869 | Pan      | Noticed Ysie the pandemonium lord
136895 | Pan      | Killed Ysie the pandemonium lord
137674 | Pan      | Noticed Asaeheff the pandemonium lord
137691 | Pan      | Killed Asaeheff the pandemonium lord
137739 | Pan      | Found an exit through the horrors of the Abyss.
138122 | Depths:1 | Escaped Pandemonium
138139 | Depths:1 | Got a warped plate armour
138189 | Pan      | Entered Pandemonium
138274 | Pan      | Noticed Cycrul the pandemonium lord
138287 | Pan      | Killed Cycrul the pandemonium lord
138464 | Pan      | Got a faintly glowing robe
138612 | Pan      | Found an exit through the horrors of the Abyss.
138636 | Pan      | Found a runed door.
138896 | Pan      | Found an exit through the horrors of the Abyss.
139253 | Pan      | Noticed Zuosass the pandemonium lord
139264 | Pan      | Cast into level 4 of the Abyss (lajatang of distortion)
139264 | Abyss:4  | Found a corrupted altar of Lugonu.
139318 | Abyss:4  | Found a hazy altar of Hepliaklqana.
139355 | Abyss:4  | Found a corrupted altar of Lugonu.
139369 | Abyss:4  | Found a corrupted altar of Lugonu.
139453 | Pan      | Escaped the Abyss
139473 | Pan      | Killed Zuosass the pandemonium lord
140078 | Pan      | Noticed Jemijus the pandemonium lord
140084 | Pan      | Killed Jemijus the pandemonium lord
140088 | Pan      | Found a runed door.
140089 | Pan      | Gained mutation: Scrolls take you a little longer to read. [a cacodemon]
140243 | Pan      | Found an exit through the horrors of the Abyss.
140564 | Pan      | Entered the realm of Mnoleg.
140712 | Pan      | Found an exit through the horrors of the Abyss.
141087 | Pan      | Noticed Mnoleg
141133 | Pan      | Killed Mnoleg
141167 | Pan      | Got a glowing rune of Zot
141340 | Pan      | Reached skill level 15 in Fire Magic
141587 | Pan      | Took an exit into the Abyss.
141587 | Abyss:1  | Escaped into the Abyss
141609 | Depths:1 | Escaped the Abyss
142841 | Depths:1 | Learned a level 6 spell: Darkness
143519 | Vaults:4 | Bought a book of Party Tricks for 850 gold pieces
143519 | Vaults:4 | Bought a book of Clouds for 765 gold pieces
143526 | Vaults:4 | Learned a level 6 spell: Poisonous Cloud
143533 | Vaults:4 | Learned a level 6 spell: Invisibility
143855 | Depths:1 | Learned a level 9 spell: Fire Storm
144019 | Zig:1    | Entered Level 1 of a ziggurat
144020 | Zig:1    | Noticed Gude the pandemonium lord
144029 | Zig:1    | Killed Gude the pandemonium lord
144055 | Zig:2    | Entered Level 2 of a ziggurat
144084 | Zig:3    | Entered Level 3 of a ziggurat
144118 | Zig:4    | Entered Level 4 of a ziggurat
144160 | Zig:5    | Entered Level 5 of a ziggurat
144203 | Zig:5    | Identified the Volume of Spatial Toxins
144207 | Zig:5    | Got an encrusted dagger
144208 | Zig:5    | Identified the cursed +3 dagger of Responsibility {speed, *Noise *Slow rN+++ SInv} (You found it on level 5 of a ziggurat)
144210 | Zig:5    | Got a clouded ivory ring
144214 | Zig:5    | Identified the ring of the Inquisitive Cities {Ice rPois Str-5 Dex+7} (You found it on level 5 of a ziggurat)
144246 | Zig:6    | Entered Level 6 of a ziggurat
144280 | Zig:6    | Identified Sif Muna's Handbook of Earthen Shape Shifting
144306 | Zig:7    | Entered Level 7 of a ziggurat
144359 | Zig:8    | Entered Level 8 of a ziggurat
144406 | Zig:9    | Entered Level 9 of a ziggurat
144448 | Zig:9    | Identified Uqaghef's Guide on Cold
144463 | Zig:9    | Got a steaming scimitar
144464 | Zig:9    | Identified the +8 scimitar of the Sun {pain, rC+++ Str-4 Int+5 Stlth-} (You found it on level 9 of a ziggurat)
144485 | Zig:10   | Entered Level 10 of a ziggurat
144497 | Zig:10   | Reached skill level 10 in Hexes
144518 | Zig:10   | Got a translucent chain mail
144535 | Zig:10   | Got a fabulously ornate robe
144556 | Zig:10   | Identified the +4 chain mail "Fats" {rPois rC+} (You found it on level 10 of a ziggurat)
144566 | Zig:10   | Identified the +1 robe of Freedom {Regen+ Int-3 Slay+5 Stlth+} (You found it on level 10 of a ziggurat)
144612 | Zig:11   | Entered Level 11 of a ziggurat
144632 | Zig:11   | Identified Sooshreud's Collected Works on Attacks and Cold
144664 | Zig:12   | Entered Level 12 of a ziggurat
144781 | Zig:12   | Got a jewelled long sword
144782 | Zig:12   | Identified the +11 long sword of Diwic {pain, rElec rC+++ Int-4} (You found it on level 12 of a ziggurat)
144903 | Zig:13   | Entered Level 13 of a ziggurat
144909 | Zig:13   | Noticed a juggernaut
144910 | Zig:13   | Noticed a juggernaut
144917 | Zig:13   | Reached skill level 15 in Conjurations
144917 | Zig:13   | Killed a juggernaut
144922 | Zig:13   | Killed a juggernaut
144963 | Zig:13   | Got a pair of transparent gloves
144974 | Zig:13   | Identified the +2 pair of gloves of the Catamount {rC+} (You found it on level 13 of a ziggurat)
145004 | Zig:14   | Entered Level 14 of a ziggurat
145063 | Zig:14   | Got a scorched broad axe
145064 | Zig:14   | Identified the +1 broad axe "Bashruot" {freeze, Str+2} (You found it on level 14 of a ziggurat)
145075 | Zig:14   | Got a blackened hand crossbow
145076 | Zig:14   | Identified the +6 hand crossbow of Intimidation {venom, Str+9} (You found it on level 14 of a ziggurat)
145117 | Zig:15   | Entered Level 15 of a ziggurat
145125 | Zig:15   | Noticed an ancient lich
145132 | Zig:15   | Killed an ancient lich
145179 | Zig:15   | Identified a +3 rod of ignition (12/12) (You found it on level 15 of a ziggurat)
145184 | Zig:15   | Got a faintly humming ring mail
145195 | Zig:15   | Identified the +6 ring mail of Gravity {rElec} (You found it on level 15 of a ziggurat)
145229 | Zig:16   | Entered Level 16 of a ziggurat
145283 | Zig:16   | Identified the amulet of Incredulity {Regen+ Str+2 Int+2 Stlth-} (You found it on level 16 of a ziggurat)
145291 | Zig:16   | Identified a +3 rod of clouds (14/14) (You found it on level 16 of a ziggurat)
145311 | Zig:16   | Got a transparent flail
145327 | Zig:17   | Entered Level 17 of a ziggurat
145337 | Zig:17   | Noticed Wennil the pandemonium lord
145342 | Zig:17   | Killed Wennil the pandemonium lord
145379 | Zig:17   | Identified the Incunabulum of Supportive Stones
145385 | Zig:17   | Got a spiked large shield
145396 | Zig:17   | Identified the cursed +0 large shield "Iloluk" {rF++ rC+ MR- rCorr} (You found it on level 17 of a ziggurat)
145428 | Zig:17   | Identified the Incunabulum of Earthen Fire
145479 | Zig:18   | Entered Level 18 of a ziggurat
145556 | Zig:18   | Identified Eruwnot's Catalogue of Flamy Translocation
145632 | Zig:19   | Entered Level 19 of a ziggurat
145711 | Zig:19   | Got a crude broad axe
145712 | Zig:19   | Identified the +6 broad axe of Gloom {chop, +Blink rPois rC+++ Int+2} (You found it on level 19 of a ziggurat)
145756 | Zig:20   | Entered Level 20 of a ziggurat
145822 | Zig:20   | Got a pitted sapphire amulet
145825 | Zig:20   | Identified the amulet of Life {Gourm rElec rN+ Int+4} (You found it on level 20 of a ziggurat)
145858 | Zig:20   | Got a faintly glowing robe
145869 | Zig:20   | Identified the +1 robe of the Bells {rF+ Stlth+} (You found it on level 20 of a ziggurat)
145901 | Zig:21   | Entered Level 21 of a ziggurat
145963 | Zig:21   | Got a distressingly furry cloak
145975 | Zig:21   | Identified the +1 cloak "Unusah" {Str+4} (You found it on level 21 of a ziggurat)
145992 | Zig:21   | Got a scorched tin amulet
145995 | Zig:21   | Identified the amulet "Zeanai" {+Rage Str+7} (You found it on level 21 of a ziggurat)
146007 | Zig:21   | Identified the Reference Book on the Dusty Frostbite
146016 | Zig:21   | Got a slimy ruby amulet
146019 | Zig:21   | Identified the amulet "Niror" {RegenMP rC+ MR+} (You found it on level 21 of a ziggurat)
146033 | Zig:21   | Got a shimmering long sword
146034 | Zig:21   | Identified the cursed +0 long sword of Subterfuge {antimagic, Dex+3} (You found it on level 21 of a ziggurat)
146046 | Zig:21   | Got a bound marble ring
146048 | Zig:21   | Identified the ring "Jyhiap" {rCorr MR+ Str+2 Int+2} (You found it on level 21 of a ziggurat)
146139 | Zig:22   | Entered Level 22 of a ziggurat
146187 | Zig:22   | Got a sparkling steel amulet
146190 | Zig:22   | Identified the amulet "Fiveilu" {Spirit Str+4 Int+2 Dex+4} (You found it on level 22 of a ziggurat)
146230 | Zig:22   | Got a crystal hand axe
146231 | Zig:22   | Identified the +2 hand axe of Lyrex {chop, +Blink +Fly rElec rF+} (You found it on level 22 of a ziggurat)
146247 | Zig:22   | Got an ivory war axe
146248 | Zig:22   | Identified the cursed +0 war axe of Guihauk {speed, rPois Str+3} (You found it on level 22 of a ziggurat)
146269 | Zig:23   | Entered Level 23 of a ziggurat
146276 | Zig:23   | Noticed Uniemamo the pandemonium lord
146279 | Zig:23   | Noticed Ezyagoal the pandemonium lord
146282 | Zig:23   | Noticed Cimiojon the pandemonium lord
146289 | Zig:23   | Noticed Loigg the pandemonium lord
146289 | Zig:23   | Killed Uniemamo the pandemonium lord
146290 | Zig:23   | Noticed Jyxagum the pandemonium lord
146290 | Zig:23   | Killed Ezyagoal the pandemonium lord
146291 | Zig:23   | Noticed Daqes the pandemonium lord
146291 | Zig:23   | Noticed Tid Deus the pandemonium lord
146291 | Zig:23   | Noticed Muegaomi the pandemonium lord
146291 | Zig:23   | Noticed Tacexim the pandemonium lord
146291 | Zig:23   | Noticed Osmaxt the pandemonium lord
146292 | Zig:23   | Noticed Viffioh the pandemonium lord
146292 | Zig:23   | Noticed Xame the pandemonium lord
146292 | Zig:23   | Noticed Lalol the pandemonium lord
146293 | Zig:23   | Noticed Mikhlaku the pandemonium lord
146295 | Zig:23   | Noticed Misaahil the pandemonium lord
146299 | Zig:23   | Killed Lalol the pandemonium lord
146300 | Zig:23   | Killed Osmaxt the pandemonium lord
146300 | Zig:23   | Killed Daqes the pandemonium lord
146300 | Zig:23   | Killed Mikhlaku the pandemonium lord
146306 | Zig:23   | Killed Xame the pandemonium lord
146307 | Zig:23   | Killed Viffioh the pandemonium lord
146308 | Zig:23   | Killed Jyxagum the pandemonium lord
146308 | Zig:23   | Killed Tacexim the pandemonium lord
146308 | Zig:23   | Killed Misaahil the pandemonium lord
146314 | Zig:23   | Killed Cimiojon the pandemonium lord
146315 | Zig:23   | Killed Loigg the pandemonium lord
146317 | Zig:23   | Killed Tid Deus the pandemonium lord
146318 | Zig:23   | Killed Muegaomi the pandemonium lord
146362 | Zig:23   | Got an ancient spear
146363 | Zig:23   | Identified the +7 spear "Jellyslayer" {vamp, rElec Str+4} (You found it on level 23 of a ziggurat)
146369 | Zig:23   | Got a glittering platinum ring
146371 | Zig:23   | Identified the ring of the Soothsayer {Str-2 Dex+7 Stlth-} (You found it on level 23 of a ziggurat)
146377 | Zig:23   | Identified Sif Muna's Reference Book on Unstable Contamination
146426 | Zig:24   | Entered Level 24 of a ziggurat
146434 | Zig:24   | Noticed a greater mummy
146438 | Zig:24   | Noticed a greater mummy
146441 | Zig:24   | Noticed a greater mummy
146459 | Zig:24   | Noticed a greater mummy
146460 | Zig:24   | Noticed a greater mummy
146460 | Zig:24   | Noticed a greater mummy
146460 | Zig:24   | Killed a greater mummy
146461 | Zig:24   | Killed a greater mummy
146463 | Zig:24   | Noticed a greater mummy
146465 | Zig:24   | Killed a greater mummy
146465 | Zig:24   | Killed a greater mummy
146466 | Zig:24   | Killed a greater mummy
146471 | Zig:24   | Noticed a greater mummy
146474 | Zig:24   | Noticed a greater mummy
146474 | Zig:24   | Killed a greater mummy
146475 | Zig:24   | Noticed a greater mummy
146480 | Zig:24   | Noticed a greater mummy
146490 | Zig:24   | Killed a greater mummy
146493 | Zig:24   | Killed a greater mummy
146496 | Zig:24   | Noticed a greater mummy
146497 | Zig:24   | Killed a greater mummy
146504 | Zig:24   | Killed a greater mummy
146519 | Zig:24   | Killed a greater mummy
146531 | Zig:24   | Killed a greater mummy
146573 | Zig:24   | Got a polished dagger
146574 | Zig:24   | Identified the cursed +1 dagger "Neuf" {pierce, MR+ SInv} (You found it on level 24 of a ziggurat)
146615 | Zig:24   | Got a slimy lapis lazuli ring
146617 | Zig:24   | Identified the ring of Lodghaf {MR+ Str+5 Dex+3} (You found it on level 24 of a ziggurat)
146629 | Zig:24   | Got a transparent fustibalus
146630 | Zig:24   | Identified the +12 fustibalus of Pyromania {freeze, Str+2 Dex+2} (You found it on level 24 of a ziggurat)
146655 | Zig:25   | Entered Level 25 of a ziggurat
146665 | Zig:25   | Noticed a juggernaut
146667 | Zig:25   | Noticed a juggernaut
146668 | Zig:25   | Noticed a juggernaut
146668 | Zig:25   | Noticed a juggernaut
146671 | Zig:25   | Noticed a juggernaut
146671 | Zig:25   | Noticed a juggernaut
146684 | Zig:25   | Killed a juggernaut
146685 | Zig:25   | Killed a juggernaut
146696 | Zig:25   | Killed a juggernaut
146696 | Zig:25   | Killed a juggernaut
146697 | Zig:25   | Killed a juggernaut
146698 | Zig:25   | Killed a juggernaut
146815 | Zig:25   | Identified the cursed +0 robe "Koikud" {rElec rF+ SInv} (You found it on level 25 of a ziggurat)
146827 | Zig:25   | Got a wavering platinum ring
146829 | Zig:25   | Identified the ring of Lihashak {*Tele rElec MR+ Str+3 Int-3} (You found it on level 25 of a ziggurat)
146842 | Zig:25   | Identified the cursed +0 ice dragon scales "Kupoimip" {rElec rF- rC++ Str+2 Dex-5} (You found it on level 25 of a ziggurat)
146844 | Zig:25   | Identified the Disquisition on Unholy Rituals
146892 | Zig:26   | Entered Level 26 of a ziggurat
147017 | Zig:26   | Identified the +1 leather armour of Disappointment {+Fly MR+} (You found it on level 26 of a ziggurat)
147022 | Zig:26   | Identified the +3 leather armour of the Lion {rPois rC- Dex+7 Slay-4} (You found it on level 26 of a ziggurat)
147042 | Zig:27   | Entered Level 27 of a ziggurat
147159 | Zig:27   | Identified the Reference Book on Assistive Necromancy
147192 | Zig:27   | Identified the amulet of Wuseysyn {Faith rElec rF++ rC+ Int-5} (You found it on level 27 of a ziggurat)
147231 | Zig:27   | Identified the +4 ring mail of Weirdness {rF+ Regen+} (You found it on level 27 of a ziggurat)
147818 | Depths:1 | Got a scorched hat
147829 | Depths:1 | Identified the +0 hat of the Realm of Zot {rF+ Stlth+} (You acquired it on level 1 of the Depths)
147845 | Depths:1 | Got a brightly glowing helmet
147851 | Depths:1 | Identified the +0 helmet "Qimixt" {rElec rPois MR-} (You acquired it on level 1 of the Depths)
147874 | Depths:1 | Identified the +6 war axe "Werakh" {drain, rPois rF+ MP+9 Dex+2} (You found it on level 7 of the Iron City of Dis)
147915 | Depths:1 | Learned a level 8 spell: Discord
148007 | Depths:1 | Lost mutation: Scrolls take you a little longer to read. [potion of cure mutation]
148007 | Depths:1 | Lost mutation: Your flesh is heat resistant. (rF+) [potion of cure mutation]
148007 | Depths:1 | Lost mutation: You have very sharp teeth. [potion of cure mutation]
148008 | Depths:1 | Lost mutation: You are surrounded by a mild repulsion field. (EV +2) [potion of cure mutation]
148008 | Depths:1 | Lost mutation: You have sharp fingernails. [potion of cure mutation]
148009 | Depths:1 | Gained mutation: You are dopey. (Int -2) [potion of mutation]
148009 | Depths:1 | Gained mutation: You tend to lose your temper in combat. [potion of mutation]
148009 | Depths:1 | Gained mutation: Your spells are a little easier to cast, but a little less powerful. [potion of mutation]
148010 | Depths:1 | Lost mutation: Your spells are a little easier to cast, but a little less powerful. [potion of cure mutation]
148010 | Depths:1 | Lost mutation: You are dopey. (Int -2) [potion of cure mutation]
148010 | Depths:1 | Lost mutation: You tend to lose your temper in combat. [potion of cure mutation]
148011 | Depths:1 | Gained mutation: You are frail. (-10% HP) [potion of mutation]
148011 | Depths:1 | Gained mutation: Scrolls take you a little longer to read. [potion of mutation]
148012 | Depths:1 | Lost mutation: You are frail. (-10% HP) [potion of cure mutation]
148012 | Depths:1 | Lost mutation: Scrolls take you a little longer to read. [potion of cure mutation]
148013 | Depths:1 | Gained mutation: You are frail. (-10% HP) [potion of mutation]
148013 | Depths:1 | Gained mutation: You are partially covered in yellow scales. (AC +2) [potion of mutation]
148013 | Depths:1 | Gained mutation: You have sharp toenails. [potion of mutation]
148014 | Depths:1 | Lost mutation: You are partially covered in yellow scales. (AC +2) [potion of cure mutation]
148014 | Depths:1 | Lost mutation: You have sharp toenails. [potion of cure mutation]
148014 | Depths:1 | Lost mutation: You are frail. (-10% HP) [potion of cure mutation]
148015 | Depths:1 | Gained mutation: You are frail. (-10% HP) [potion of mutation]
148015 | Depths:1 | Gained mutation: Your muscles are strong. (Str +2) [potion of mutation]
148015 | Depths:1 | Gained mutation: You are partially covered in molten scales. (AC +2) [potion of mutation]
148016 | Depths:1 | Lost mutation: You are frail. (-10% HP) [potion of cure mutation]
148016 | Depths:1 | Lost mutation: Your muscles are strong. (Str +2) [potion of cure mutation]
148017 | Depths:1 | Gained mutation: You are dopey. (Int -2) [potion of mutation]
148017 | Depths:1 | Gained mutation: Scrolls take you a little longer to read. [potion of mutation]
148017 | Depths:1 | Lost mutation: You are dopey. (Int -2) [potion of mutation]
148018 | Depths:1 | Lost mutation: Scrolls take you a little longer to read. [potion of cure mutation]
148018 | Depths:1 | Lost mutation: You are partially covered in molten scales. (AC +2) [potion of cure mutation]
148019 | Depths:1 | Gained mutation: You have a pair of small horns on your head. [potion of mutation]
148019 | Depths:1 | Gained mutation: Armour fits poorly on your strangely shaped body. [potion of mutation]
148020 | Depths:1 | Lost mutation: You have a pair of small horns on your head. [potion of cure mutation]
148020 | Depths:1 | Lost mutation: Armour fits poorly on your strangely shaped body. [potion of cure mutation]
148021 | Depths:1 | Gained mutation: You expend magic power (3 MP) to strengthen your wands. [potion of mutation]
148021 | Depths:1 | Gained mutation: Your body sometimes deteriorates upon taking damage. [potion of mutation]
148021 | Depths:1 | Gained mutation: You evolve. [potion of mutation]
148022 | Depths:1 | Lost mutation: Your body sometimes deteriorates upon taking damage. [potion of cure mutation]
148022 | Depths:1 | Lost mutation: You evolve. [potion of cure mutation]
148022 | Depths:1 | Lost mutation: You expend magic power (3 MP) to strengthen your wands. [potion of cure mutation]
148023 | Depths:1 | Gained mutation: You have large cloven feet. [potion of mutation]
148023 | Depths:1 | Gained mutation: You are agile. (Dex +2) [potion of mutation]
148023 | Depths:1 | Gained mutation: You expend magic power (3 MP) to strengthen your wands. [potion of mutation]
148024 | Depths:1 | Lost mutation: You have large cloven feet. [potion of cure mutation]
148024 | Depths:1 | Lost mutation: You expend magic power (3 MP) to strengthen your wands. [potion of cure mutation]
148024 | Depths:1 | Lost mutation: You are agile. (Dex +2) [potion of cure mutation]
148025 | Depths:1 | Gained mutation: Your body sometimes deteriorates upon taking damage. [potion of mutation]
148025 | Depths:1 | Gained mutation: You tend to lose your temper in combat. [potion of mutation]
148025 | Depths:1 | Gained mutation: Your movements are slightly less encumbered by armour. (ER -2) [potion of mutation]
148026 | Depths:1 | Lost mutation: Your movements are slightly less encumbered by armour. (ER -2) [potion of cure mutation]
148026 | Depths:1 | Lost mutation: You tend to lose your temper in combat. [potion of cure mutation]
148026 | Depths:1 | Lost mutation: Your body sometimes deteriorates upon taking damage. [potion of cure mutation]
148027 | Depths:1 | Gained mutation: Your magical capacity is low. (-10% MP) [potion of mutation]
148027 | Depths:1 | Lost mutation: Your magical capacity is low. (-10% MP) [potion of mutation]
148027 | Depths:1 | Gained mutation: You are agile. (Dex +2) [potion of mutation]
148028 | Depths:1 | Gained mutation: Your mind is acute. (Int +2) [potion of beneficial mutation]
148029 | Depths:1 | Gained mutation: You have sharp fingernails. [potion of beneficial mutation]
148030 | Depths:1 | Gained mutation: Your muscles are strong. (Str +2) [potion of beneficial mutation]
148646 | Orc:2    | Bought a crystal ball of energy for 420 gold pieces
148901 | Zig:1    | Entered Level 1 of a ziggurat
148909 | Zig:1    | Reached skill level 1 in Axes
148932 | Zig:2    | Entered Level 2 of a ziggurat
148954 | Zig:3    | Entered Level 3 of a ziggurat
148970 | Zig:3    | Got a brightly glowing ivory ring
148972 | Zig:3    | Identified the Papyrus of the Mutagenic Frostbite
148976 | Zig:3    | Identified the ring "Seeluvohyi" {rPois rN+ Int+5 Stlth+} (You found it on level 3 of a ziggurat)
148985 | Zig:4    | Entered Level 4 of a ziggurat
149023 | Zig:5    | Entered Level 5 of a ziggurat
149057 | Zig:5    | Got a steaming hunting sling
149058 | Zig:5    | Identified the +4 hunting sling "Vithrung" {speed, rC++ Int-5 Dex-2 SInv} (You found it on level 5 of a ziggurat)
149068 | Zig:6    | Entered Level 6 of a ziggurat
149114 | Zig:7    | Entered Level 7 of a ziggurat
149141 | Zig:7    | Got a scintillating bone ring
149143 | Zig:7    | Identified the ring of Conflict {rPois rN++} (You found it on level 7 of a ziggurat)
149173 | Zig:8    | Entered Level 8 of a ziggurat
149242 | Zig:8    | Reached skill level 5 in Axes
149249 | Zig:9    | Entered Level 9 of a ziggurat
149327 | Zig:10   | Entered Level 10 of a ziggurat
149398 | Zig:11   | Entered Level 11 of a ziggurat
149453 | Zig:11   | Identified Haoram's Reference Book on the Warped Glacier
149466 | Zig:12   | Entered Level 12 of a ziggurat
149511 | Zig:12   | Identified the Grimoire of Combat Magic
149515 | Zig:12   | Identified the Volume of Damaging Flight
149622 | Zig:13   | Entered Level 13 of a ziggurat
149724 | Zig:14   | Entered Level 14 of a ziggurat
149835 | Zig:14   | Got a clouded jade ring
149837 | Zig:14   | Identified the ring "Nuloeton" {rC- AC+5 Str+2 Dex+4} (You found it on level 14 of a ziggurat)
149840 | Zig:14   | Identified Sif Muna's Compendium of Flight
149903 | Zig:15   | Entered Level 15 of a ziggurat
149972 | Zig:15   | Reached skill level 15 in Axes
149975 | Zig:15   | Reached skill level 15 in Hexes
150019 | Zig:16   | Entered Level 16 of a ziggurat
150066 | Zig:16   | Identified the Compendium of Ice and Ignition
150081 | Zig:16   | Got a translucent silver amulet
150082 | Zig:16   | Identified the amulet "Suostret" {Inacc Dex+4} (You found it on level 16 of a ziggurat)
150127 | Zig:17   | Entered Level 17 of a ziggurat
150210 | Zig:17   | Got a twitching iron ring
150212 | Zig:17   | Identified the ring "Elaruetz" {rC+ Str-4 Int+5 Slay+3 Stlth+} (You found it on level 17 of a ziggurat)
150232 | Zig:18   | Entered Level 18 of a ziggurat
150330 | Zig:18   | Got a steaming demon trident
150331 | Zig:18   | Identified the +8 demon trident "Icoinuto" {venom, *Slow rElec rN+ Int+3} (You found it on level 18 of a ziggurat)
150352 | Zig:19   | Entered Level 19 of a ziggurat
150528 | Zig:20   | Entered Level 20 of a ziggurat
150580 | Zig:20   | Got a shimmering glass ring
150582 | Zig:20   | Identified the ring "Ehegunujy" {Str+2 SInv} (You found it on level 20 of a ziggurat)
150590 | Zig:20   | Identified Sif Muna's Reference Book on the Evil Arsonist
150599 | Zig:20   | Got a smoking trident
150831 | Zig:21   | Entered Level 21 of a ziggurat
150928 | Zig:21   | Got a flickering tin ring
150930 | Zig:21   | Identified the ring "Xyganoa" {rF+ rN+ SInv} (You found it on level 21 of a ziggurat)
150934 | Zig:21   | Identified the Reference Book on the Boosting Birds
150937 | Zig:21   | Identified the Handbook of Unstable Stones
150951 | Zig:21   | Got a blackened demon blade
150952 | Zig:21   | Identified the +6 demon blade "Irry" {elec, rElec} (You found it on level 21 of a ziggurat)
150967 | Zig:21   | Identified Oklecy's Incunabulum of the Torrid Escort
150978 | Zig:22   | Entered Level 22 of a ziggurat
150992 | Zig:22   | Noticed a juggernaut
150995 | Zig:22   | Noticed a juggernaut
150995 | Zig:22   | Noticed a juggernaut
150997 | Zig:22   | Noticed a juggernaut
150997 | Zig:22   | Noticed a juggernaut
151001 | Zig:22   | Noticed a juggernaut
151001 | Zig:22   | Killed a juggernaut
151002 | Zig:22   | Noticed a juggernaut
151002 | Zig:22   | Noticed a juggernaut
151004 | Zig:22   | Noticed a juggernaut
151009 | Zig:22   | Killed a juggernaut
151009 | Zig:22   | Killed a juggernaut
151009 | Zig:22   | Killed a juggernaut
151010 | Zig:22   | Killed a juggernaut
151010 | Zig:22   | Killed a juggernaut
151010 | Zig:22   | Killed a juggernaut
151011 | Zig:22   | Killed a juggernaut
151013 | Zig:22   | Killed a juggernaut
151095 | Zig:22   | Identified the Guide on Lucky Transformation
151099 | Zig:22   | Got a clouded ruby amulet
151100 | Zig:22   | Identified the amulet of Ifeinu {MR++ Regen+} (You found it on level 22 of a ziggurat)
151106 | Zig:22   | Got a wavering jade amulet
151107 | Zig:22   | Identified the amulet of Duczew {Harm *Drain rF+} (You found it on level 22 of a ziggurat)
151205 | Zig:23   | Entered Level 23 of a ziggurat
151286 | Zig:23   | Got a clouded platinum ring
151288 | Zig:23   | Identified the ring of Fatigue {Ice rN+} (You found it on level 23 of a ziggurat)
151365 | Zig:24   | Entered Level 24 of a ziggurat
151398 | Zig:24   | Paralysed by accursed screaming for 1 turns
151424 | Zig:24   | Noticed Wedghas the pandemonium lord
151438 | Zig:24   | Killed Wedghas the pandemonium lord
151605 | Zig:25   | Entered Level 25 of a ziggurat
151621 | Zig:25   | Noticed Sanahof the pandemonium lord
151654 | Zig:25   | Noticed Xiapn the pandemonium lord
151680 | Zig:25   | Noticed Virumoom the pandemonium lord
151692 | Zig:25   | Noticed Vecvota the pandemonium lord
151693 | Zig:25   | Noticed Dor Guch the pandemonium lord
151697 | Zig:25   | Noticed Vanosas the pandemonium lord
151701 | Zig:25   | Noticed Cioryt the pandemonium lord
151701 | Zig:25   | Noticed Pishroh the pandemonium lord
151702 | Zig:25   | Killed Virumoom the pandemonium lord
151704 | Zig:25   | Noticed Vaont the pandemonium lord
151706 | Zig:25   | Noticed Mosiab the pandemonium lord
151707 | Zig:25   | Noticed Guejec the pandemonium lord
151709 | Zig:25   | Noticed Umoduipt the pandemonium lord
151711 | Zig:25   | Noticed a juggernaut
151711 | Zig:25   | a shadow dragon changed into a juggernaut
151712 | Zig:25   | Noticed Saps the pandemonium lord
151712 | Zig:25   | Killed Dor Guch the pandemonium lord
151712 | Zig:25   | Killed a juggernaut
151713 | Zig:25   | Killed Vaont the pandemonium lord
151714 | Zig:25   | Noticed Lovvel the pandemonium lord
151715 | Zig:25   | Noticed Akhurub the pandemonium lord
151716 | Zig:25   | Noticed Baereiw the pandemonium lord
151720 | Zig:25   | Killed Guejec the pandemonium lord
151730 | Zig:25   | Killed Xiapn the pandemonium lord
151730 | Zig:25   | Killed Akhurub the pandemonium lord
151730 | Zig:25   | Noticed Timik the pandemonium lord
151730 | Zig:25   | Noticed Ezyuh the pandemonium lord
151731 | Zig:25   | Noticed Lepnyjut the pandemonium lord
151731 | Zig:25   | Noticed Jetanof the pandemonium lord
151731 | Zig:25   | Noticed Retz the pandemonium lord
151732 | Zig:25   | Noticed Yruych the pandemonium lord
151751 | Zig:25   | Noticed Yceka the pandemonium lord
151761 | Zig:25   | Killed Saps the pandemonium lord
151761 | Zig:25   | Killed Sanahof the pandemonium lord
151765 | Zig:25   | Killed Yruych the pandemonium lord
151772 | Zig:25   | Noticed Plog the pandemonium lord
151772 | Zig:25   | Killed Timik the pandemonium lord
151776 | Zig:25   | Killed Umoduipt the pandemonium lord
151776 | Zig:25   | Killed Lepnyjut the pandemonium lord
151777 | Zig:25   | Killed Lovvel the pandemonium lord
151777 | Zig:25   | Killed Vanosas the pandemonium lord
151778 | Zig:25   | Noticed Xuelopit the pandemonium lord
151782 | Zig:25   | Killed Retz the pandemonium lord
151791 | Zig:25   | Killed Mosiab the pandemonium lord
151791 | Zig:25   | Killed Ezyuh the pandemonium lord
151791 | Zig:25   | Killed Jetanof the pandemonium lord
151792 | Zig:25   | Killed Xuelopit the pandemonium lord
151800 | Zig:25   | Killed Baereiw the pandemonium lord
151801 | Zig:25   | Killed Pishroh the pandemonium lord
151808 | Zig:25   | Killed Yceka the pandemonium lord
151809 | Zig:25   | Killed Cioryt the pandemonium lord
151816 | Zig:25   | Killed Vecvota the pandemonium lord
151816 | Zig:25   | Killed Plog the pandemonium lord
151910 | Zig:25   | Got a pair of spiked gloves
151921 | Zig:25   | Identified the +1 pair of gloves "Ylodaull" {*Corrode rC+ rN+ Int+4} (You found it on level 25 of a ziggurat)
151931 | Zig:25   | Identified Cebijur's Further Progress in Sorcery
151954 | Zig:25   | Got a translucent amber ring
151956 | Zig:25   | Identified the ring of Faadat {rN+ Str+4} (You found it on level 25 of a ziggurat)
151983 | Zig:25   | Identified the Papyrus of the Nocuous Rocks
151995 | Zig:25   | Identified the Compendium of the Earthen Blaze
152005 | Zig:25   | Identified the Reference Book on Summoning and Dark Magic
152040 | Zig:26   | Entered Level 26 of a ziggurat
152116 | Zig:26   | Reached skill level 10 in Translocations
152159 | Zig:26   | Reached skill level 15 in Translocations
152299 | Zig:26   | Got a warped bone ring
152301 | Zig:26   | Identified the ring of the Lonely Hells {*Slow rPois rF+ Dex+5 Stlth+} (You found it on level 26 of a ziggurat)
152306 | Zig:26   | Identified the Collected Works on Mutagenic Stones
152323 | Zig:26   | Identified the Catalogue of Cloudy Evil
152354 | Zig:26   | Got a faintly glowing helmet
152365 | Zig:26   | Identified the cursed +0 helmet of Least Resistance {Str+3} (You found it on level 26 of a ziggurat)
152376 | Zig:26   | Got a bound tin ring
152378 | Zig:26   | Identified the ring of Doubts {rElec rPois rC+ Stlth-} (You found it on level 26 of a ziggurat)
152403 | Zig:26   | Got a jewelled hunting sling
152404 | Zig:26   | Identified the cursed +0 hunting sling "Vitilec" {speed, *Drain rF+ MR+ MP+9 Str+4} (You found it on level 26 of a ziggurat)
152423 | Zig:27   | Entered Level 27 of a ziggurat
152542 | Zig:27   | Reached skill level 10 in Armour
152708 | Zig:27   | Identified the amulet "Boblen" {Spirit Stlth+} (You found it on level 27 of a ziggurat)
152724 | Zig:27   | Identified Agreubyb's Papyrus of Snow and Execration
152866 | Depths:2 | Got a crude plate armour
152901 | Depths:1 | Learned a level 8 spell: Disjunction
153048 | Zig:1    | Entered Level 1 of a ziggurat
153079 | Zig:2    | Entered Level 2 of a ziggurat
153105 | Zig:3    | Entered Level 3 of a ziggurat
153138 | Zig:4    | Entered Level 4 of a ziggurat
153142 | Zig:4    | Noticed Haisec the pandemonium lord
153156 | Zig:4    | Killed Haisec the pandemonium lord
153156 | Zig:4    | Reached skill level 15 in Armour
153165 | Zig:4    | Identified Zauny's Almanac of Ashen Evil Magic
153182 | Zig:5    | Entered Level 5 of a ziggurat
153208 | Zig:6    | Entered Level 6 of a ziggurat
153248 | Zig:6    | Got a fine pewter ring
153250 | Zig:6    | Identified the ring "Ycwaskotu" {*Corrode rPois Str+6 Dex+3} (You found it on level 6 of a ziggurat)
153318 | Zig:7    | Entered Level 7 of a ziggurat
153393 | Zig:8    | Entered Level 8 of a ziggurat
153441 | Zig:9    | Entered Level 9 of a ziggurat
153450 | Zig:9    | Noticed a juggernaut
153451 | Zig:9    | Noticed a juggernaut
153453 | Zig:9    | Noticed a juggernaut
153459 | Zig:9    | Killed a juggernaut
153468 | Zig:9    | Killed a juggernaut
153468 | Zig:9    | Killed a juggernaut
153508 | Zig:9    | Got a heavily runed tin ring
153510 | Zig:9    | Identified the ring of Vionytih {Wiz rC+ MR+ Dex+4 Slay-4} (You found it on level 9 of a ziggurat)
153534 | Zig:10   | Entered Level 10 of a ziggurat
153630 | Zig:11   | Entered Level 11 of a ziggurat
153693 | Zig:11   | Identified the Reference Book on Earthen Protection
153702 | Zig:11   | Got a steaming brass amulet
153713 | Zig:12   | Entered Level 12 of a ziggurat
153724 | Zig:12   | Noticed Myga Leon the pandemonium lord
153724 | Zig:12   | Noticed Gelal the pandemonium lord
153724 | Zig:12   | Noticed Zifuiba the pandemonium lord
153733 | Zig:12   | Noticed Weizir the pandemonium lord
153744 | Zig:12   | Noticed Sikaliem the pandemonium lord
153805 | Zig:12   | Killed Zifuiba the pandemonium lord
153810 | Zig:12   | Killed Sikaliem the pandemonium lord
153827 | Zig:12   | Killed Myga Leon the pandemonium lord
153849 | Zig:12   | Cast into level 4 of the Abyss (Gelal)
153877 | Zig:12   | Escaped the Abyss
153884 | Zig:12   | Killed Weizir the pandemonium lord
153886 | Zig:12   | Killed Gelal the pandemonium lord
153908 | Zig:12   | Identified the Volume of Transformation and Slavery
153999 | Zig:13   | Entered Level 13 of a ziggurat
154006 | Zig:13   | Noticed a greater mummy
154032 | Zig:13   | Noticed a greater mummy
154038 | Zig:13   | Noticed a greater mummy
154043 | Zig:13   | Killed a greater mummy
154048 | Zig:13   | Killed a greater mummy
154052 | Zig:13   | Noticed a greater mummy
154055 | Zig:13   | Noticed a greater mummy
154057 | Zig:13   | Killed a greater mummy
154080 | Zig:13   | Killed a greater mummy
154088 | Zig:13   | Killed a greater mummy
154171 | Zig:13   | Identified the Almanac of Ashen Transmigration
154180 | Zig:13   | Identified Kuen's Compendium of Enhancements and Poisoning
154236 | Zig:14   | Entered Level 14 of a ziggurat
154332 | Zig:14   | Identified the Handbook of Virous Weightlessness
154345 | Zig:14   | Got a shimmering golden ring
154347 | Zig:14   | Identified the ring "Foytoud" {*Contam Str+4 Int+2 Dex+2 Slay+2} (You found it on level 14 of a ziggurat)
154364 | Zig:14   | Identified a +2 pair of boots of running (You found it on level 14 of a ziggurat)
154582 | Zig:14   | Identified the amulet of the Sunfish {Gourm rElec Int+3 Dex+5} (You found it on level 11 of a ziggurat)
154586 | Zig:15   | Entered Level 15 of a ziggurat
154665 | Zig:15   | Got a fine silver ring
154667 | Zig:15   | Identified the ring of Suspected Treachery {rElec rF+++ rN+ Dex-5 Stlth-} (You found it on level 15 of a ziggurat)
154674 | Zig:15   | Identified Sippeena's Tome of Orientation
154723 | Zig:16   | Entered Level 16 of a ziggurat
154735 | Zig:16   | Noticed a juggernaut
154754 | Zig:16   | Killed a juggernaut
154900 | Zig:17   | Entered Level 17 of a ziggurat
154921 | Zig:17   | Noticed Cesa Kiq the pandemonium lord
154945 | Zig:17   | Killed Cesa Kiq the pandemonium lord
155009 | Zig:17   | Identified the Incunabulum of Dusty Flames
155013 | Zig:17   | Identified the Grimoire of the Displaced Birds
155058 | Zig:18   | Entered Level 18 of a ziggurat
155069 | Zig:18   | Noticed Lanirer the pandemonium lord
155087 | Zig:18   | Noticed Uhiala the pandemonium lord
155116 | Zig:18   | Killed Lanirer the pandemonium lord
155122 | Zig:18   | Killed Uhiala the pandemonium lord
155147 | Zig:18   | Noticed Upliexus the pandemonium lord
155153 | Zig:18   | Noticed Dasirgh the pandemonium lord
155177 | Zig:18   | Noticed Kimeinix the pandemonium lord
155179 | Zig:18   | Noticed Xeafes the pandemonium lord
155188 | Zig:18   | Noticed Wotics the pandemonium lord
155190 | Zig:18   | Noticed Mohonk the pandemonium lord
155190 | Zig:18   | Noticed Wegaet the pandemonium lord
155197 | Zig:18   | Noticed Voypits the pandemonium lord
155197 | Zig:18   | Killed Upliexus the pandemonium lord
155198 | Zig:18   | Noticed Cetecs the pandemonium lord
155205 | Zig:18   | Noticed Noteq the pandemonium lord
155205 | Zig:18   | Noticed Bycaic the pandemonium lord
155209 | Zig:18   | Noticed Sootu the pandemonium lord
155212 | Zig:18   | Killed Xeafes the pandemonium lord
155212 | Zig:18   | Killed Dasirgh the pandemonium lord
155213 | Zig:18   | Killed Kimeinix the pandemonium lord
155220 | Zig:18   | Noticed Zaqot the pandemonium lord
155220 | Zig:18   | Killed Wotics the pandemonium lord
155221 | Zig:18   | Killed Cetecs the pandemonium lord
155227 | Zig:18   | Noticed Boitak the pandemonium lord
155229 | Zig:18   | Killed Bycaic the pandemonium lord
155229 | Zig:18   | Killed Voypits the pandemonium lord
155231 | Zig:18   | Noticed Tirorueh the pandemonium lord
155232 | Zig:18   | Killed Noteq the pandemonium lord
155235 | Zig:18   | Noticed Goocli Raase the pandemonium lord
155242 | Zig:18   | Killed Wegaet the pandemonium lord
155242 | Zig:18   | Killed Mohonk the pandemonium lord
155243 | Zig:18   | Killed Sootu the pandemonium lord
155244 | Zig:18   | Killed Goocli Raase the pandemonium lord
155244 | Zig:18   | Killed Zaqot the pandemonium lord
155244 | Zig:18   | Reached skill level 27 in Evocations
155256 | Zig:18   | Killed Boitak the pandemonium lord
155256 | Zig:18   | Killed Tirorueh the pandemonium lord
155307 | Zig:18   | Identified the Grimoire of Enhancements and Necromancy
155312 | Zig:18   | Got a pitted broad axe
155313 | Zig:18   | Identified the +10 broad axe of Defilement {drain, Str+2 Int+2} (You found it on level 18 of a ziggurat)
155370 | Zig:19   | Entered Level 19 of a ziggurat
155393 | Zig:19   | Noticed an ancient lich
155402 | Zig:19   | Killed an ancient lich
155453 | Zig:19   | Got a shimmering copper ring
155455 | Zig:19   | Identified the ring "Fetrum" {MP+9 Dex+4} (You found it on level 19 of a ziggurat)
155477 | Zig:19   | Got a translucent war axe
155478 | Zig:19   | Identified the +8 war axe of Thoughtfulness {flame, rElec Int+2} (You found it on level 19 of a ziggurat)
155487 | Zig:19   | Identified Ekhyexus's Witchery Continued
155492 | Zig:19   | Got a shimmering pewter ring
155494 | Zig:19   | Identified the ring of Xoten {rF+ Int+5} (You found it on level 19 of a ziggurat)
155555 | Zig:20   | Entered Level 20 of a ziggurat
155567 | Zig:20   | Noticed Jaqumur the pandemonium lord
155568 | Zig:20   | Noticed Mouleant the pandemonium lord
155584 | Zig:20   | Noticed Zucegreo the pandemonium lord
155591 | Zig:20   | Noticed Qoug the pandemonium lord
155591 | Zig:20   | Noticed Joupruu the pandemonium lord
155594 | Zig:20   | Noticed Ocyod the pandemonium lord
155594 | Zig:20   | Noticed Ponwugh the pandemonium lord
155594 | Zig:20   | Noticed Saiditokh the pandemonium lord
155600 | Zig:20   | Killed Jaqumur the pandemonium lord
155601 | Zig:20   | Killed Mouleant the pandemonium lord
155602 | Zig:20   | Noticed Cyaqybb the pandemonium lord
155603 | Zig:20   | Noticed Beghif the pandemonium lord
155607 | Zig:20   | Noticed Ohy Fuun the pandemonium lord
155614 | Zig:20   | Noticed Xufemaol the pandemonium lord
155616 | Zig:20   | Noticed Piwaturiw the pandemonium lord
155620 | Zig:20   | Killed Qoug the pandemonium lord
155626 | Zig:20   | Killed Zucegreo the pandemonium lord
155628 | Zig:20   | Noticed Muorad the pandemonium lord
155634 | Zig:20   | Noticed Yhoohisoi the pandemonium lord
155637 | Zig:20   | Noticed Uxtev the pandemonium lord
155638 | Zig:20   | Noticed a juggernaut
155642 | Zig:20   | Noticed Muangiqe the pandemonium lord
155653 | Zig:20   | Killed Cyaqybb the pandemonium lord
155659 | Zig:20   | Noticed Kapish the pandemonium lord
155660 | Zig:20   | Noticed Zotunefu the pandemonium lord
155708 | Zig:20   | Noticed Tawese the pandemonium lord
155713 | Zig:20   | Killed Yhoohisoi the pandemonium lord
155715 | Zig:20   | Killed Zotunefu the pandemonium lord
155716 | Zig:20   | Killed a juggernaut
155724 | Zig:20   | Killed Tawese the pandemonium lord
155725 | Zig:20   | Killed Muangiqe the pandemonium lord
155734 | Zig:20   | Noticed Tuxisch the pandemonium lord
155742 | Zig:20   | Killed Piwaturiw the pandemonium lord
155742 | Zig:20   | Killed Joupruu the pandemonium lord
155749 | Zig:20   | Killed Tuxisch the pandemonium lord
155750 | Zig:20   | Killed Muorad the pandemonium lord
155750 | Zig:20   | Killed Uxtev the pandemonium lord
155750 | Zig:20   | Killed Ponwugh the pandemonium lord
155753 | Zig:20   | Noticed Tounits the pandemonium lord
155759 | Zig:20   | Killed Ohy Fuun the pandemonium lord
155761 | Zig:20   | Killed Tounits the pandemonium lord
155762 | Zig:20   | Killed Beghif the pandemonium lord
155776 | Zig:20   | Killed Saiditokh the pandemonium lord
155777 | Zig:20   | Killed Ocyod the pandemonium lord
155782 | Zig:20   | Killed Xufemaol the pandemonium lord
155782 | Zig:20   | Killed Kapish the pandemonium lord
155886 | Zig:20   | Identified the Tome of Supportive Moulding
155928 | Zig:20   | Learned a level 5 spell: Cigotuvi's Embrace
155936 | Zig:20   | Got a wavering jade ring
155938 | Zig:20   | Identified the ring "Rasesose" {Ice Str+3 Int+3} (You found it on level 20 of a ziggurat)
155947 | Zig:20   | Identified Kuarugit's Compendium of Envenoming and the Frostbite
156010 | Zig:21   | Entered Level 21 of a ziggurat
156116 | Zig:21   | Identified the +3 hat of Unowkext {rF+ Dex+5} (You found it on level 21 of a ziggurat)
156147 | Zig:21   | Reached skill level 27 in Dodging
156179 | Zig:22   | Entered Level 22 of a ziggurat
156198 | Zig:22   | Noticed an ancient lich
156205 | Zig:22   | Noticed an ancient lich
156206 | Zig:22   | Noticed an ancient lich
156208 | Zig:22   | Noticed an ancient lich
156209 | Zig:22   | Noticed an ancient lich
156212 | Zig:22   | Noticed an ancient lich
156214 | Zig:22   | Noticed an ancient lich
156218 | Zig:22   | Killed an ancient lich
156218 | Zig:22   | Killed an ancient lich
156221 | Zig:22   | Killed an ancient lich
156221 | Zig:22   | Killed an ancient lich
156223 | Zig:22   | Killed an ancient lich
156224 | Zig:22   | Killed an ancient lich
156224 | Zig:22   | Killed an ancient lich
156376 | Zig:23   | Entered Level 23 of a ziggurat
157028 | Zig:23   | Identified the Papyrus of Dislocated Snow
157051 | Zig:23   | Identified the Handbook of Creative Stolen Souls
157056 | Zig:23   | Identified the Papyrus of Destructive Summoning
157073 | Zig:24   | Entered Level 24 of a ziggurat
157204 | Zig:24   | Got a steaming steel ring
157206 | Zig:24   | Identified the ring "Seon" {AC+3 Dex+2} (You found it on level 24 of a ziggurat)
157218 | Zig:24   | Got a bound jade ring
157220 | Zig:24   | Identified the ring of Nehi {Fire -Tele rElec Str+9 Stlth-} (You found it on level 24 of a ziggurat)
157229 | Zig:24   | Got a smoking pewter ring
157231 | Zig:24   | Identified the ring "Ovoda" {Wiz MR+ Dex+2 SInv} (You found it on level 24 of a ziggurat)
157244 | Zig:24   | Got a brightly glowing war axe
157245 | Zig:24   | Identified the +1 war axe "Vidotal" {flame, rPois} (You found it on level 24 of a ziggurat)
157251 | Zig:24   | Got a twitching bronze ring
157253 | Zig:24   | Identified the ring "Kaluan" {Fire Dex+5} (You found it on level 24 of a ziggurat)
157273 | Zig:25   | Entered Level 25 of a ziggurat
157497 | Zig:25   | Got a serpentine jade ring
157499 | Zig:25   | Identified the ring of the Wild Haggis {rPois rF- rN+ Str+4} (You found it on level 25 of a ziggurat)
157512 | Zig:26   | Entered Level 26 of a ziggurat
157568 | Zig:26   | Reached skill level 10 in Unarmed Combat
157724 | Zig:26   | Got a crude wooden ring
157726 | Zig:26   | Identified the ring of Olerche {Fire rPois rN+ Str+3} (You found it on level 26 of a ziggurat)
157742 | Zig:26   | Identified the Incunabulum of Air and Summoning
157749 | Zig:26   | Got a bound silver ring
157751 | Zig:26   | Identified the ring "Baihisti" {Ice Slay+3} (You found it on level 26 of a ziggurat)
157762 | Zig:26   | Identified the Reference Book on Sinister Malediction
157767 | Zig:26   | Identified Lalac's Collected Works on Weightlessness and Clay
157770 | Zig:26   | Identified Further Progress in Rites and Rhymes
157781 | Zig:26   | Identified Wailias's Grimoire of Air
157818 | Zig:27   | Entered Level 27 of a ziggurat
157846 | Zig:27   | Noticed a greater mummy
157861 | Zig:27   | Noticed a greater mummy
157877 | Zig:27   | Killed a greater mummy
157886 | Zig:27   | Noticed a greater mummy
157894 | Zig:27   | Noticed a greater mummy
157897 | Zig:27   | Killed a greater mummy
157898 | Zig:27   | Noticed a greater mummy
157903 | Zig:27   | Noticed a greater mummy
157922 | Zig:27   | Killed a greater mummy
157928 | Zig:27   | Noticed a greater mummy
157937 | Zig:27   | Killed a greater mummy
157940 | Zig:27   | Noticed a greater mummy
157942 | Zig:27   | Noticed a greater mummy
157943 | Zig:27   | Noticed a greater mummy
157944 | Zig:27   | Killed a greater mummy
157945 | Zig:27   | Noticed a greater mummy
157947 | Zig:27   | Noticed a greater mummy
157947 | Zig:27   | Killed a greater mummy
157948 | Zig:27   | Noticed a greater mummy
157948 | Zig:27   | Noticed a greater mummy
157949 | Zig:27   | Killed a greater mummy
157957 | Zig:27   | Killed a greater mummy
157957 | Zig:27   | Reached skill level 27 in Throwing
157959 | Zig:27   | Killed a greater mummy
157959 | Zig:27   | Killed a greater mummy
157960 | Zig:27   | Noticed a greater mummy
157960 | Zig:27   | Noticed a greater mummy
157960 | Zig:27   | Noticed a greater mummy
157960 | Zig:27   | Noticed a greater mummy
157961 | Zig:27   | Noticed a greater mummy
157964 | Zig:27   | Reached skill level 27 in Spellcasting
157964 | Zig:27   | Killed a greater mummy
157964 | Zig:27   | Reached skill level 27 in Conjurations
157964 | Zig:27   | Killed a greater mummy
157965 | Zig:27   | Noticed a greater mummy
157967 | Zig:27   | Killed a greater mummy
157970 | Zig:27   | Noticed a greater mummy
157971 | Zig:27   | Killed a greater mummy
157972 | Zig:27   | Killed a greater mummy
157973 | Zig:27   | Noticed a greater mummy
157978 | Zig:27   | Killed a greater mummy
157978 | Zig:27   | Reached skill level 27 in Fire Magic
157979 | Zig:27   | Killed a greater mummy
157979 | Zig:27   | Killed a greater mummy
157979 | Zig:27   | Killed a greater mummy
157980 | Zig:27   | Killed a greater mummy
157981 | Zig:27   | Noticed a greater mummy
157986 | Zig:27   | Noticed a greater mummy
157989 | Zig:27   | Killed a greater mummy
157989 | Zig:27   | Killed a greater mummy
157990 | Zig:27   | Killed a greater mummy
157994 | Zig:27   | Noticed a greater mummy
157995 | Zig:27   | Noticed a greater mummy
158000 | Zig:27   | Noticed a greater mummy
158000 | Zig:27   | Killed a greater mummy
158002 | Zig:27   | Killed a greater mummy
158002 | Zig:27   | Reached skill level 27 in Armour
158004 | Zig:27   | Noticed a greater mummy
158005 | Zig:27   | Noticed a greater mummy
158005 | Zig:27   | Killed a greater mummy
158009 | Zig:27   | Killed a greater mummy
158011 | Zig:27   | Killed a greater mummy
158015 | Zig:27   | Killed a greater mummy
158133 | Zig:27   | Got a bloodstained war axe
158134 | Zig:27   | Identified the +8 war axe of Massacring {elec, rF+ MP+9 Dex+4 SInv} (You found it on level 27 of a ziggurat)
158174 | Zig:27   | Identified the Guide on Dusty Moulding
158193 | Zig:27   | Got a transparent helmet
158194 | Zig:27   | Identified the cursed +0 helmet "Xirghas" {Dex+2} (You found it on level 27 of a ziggurat)
158493 | Depths:5 | Bought a disc of storms for 240 gold pieces
158649 | Zig:1    | Entered Level 1 of a ziggurat
158668 | Zig:2    | Entered Level 2 of a ziggurat
158702 | Zig:3    | Entered Level 3 of a ziggurat
158758 | Zig:4    | Entered Level 4 of a ziggurat
158825 | Zig:5    | Entered Level 5 of a ziggurat
158865 | Zig:5    | Reached skill level 15 in Unarmed Combat
158913 | Zig:6    | Entered Level 6 of a ziggurat
158916 | Zig:6    | Noticed an ancient lich
158939 | Zig:6    | Killed an ancient lich
158966 | Zig:6    | Got a translucent lead ring
158968 | Zig:6    | Identified the cursed ring of Riext {MR++ Int-3 Slay+3 Stlth-} (You found it on level 6 of a ziggurat)
158986 | Zig:7    | Entered Level 7 of a ziggurat
158992 | Zig:7    | Noticed Siapt the pandemonium lord
159036 | Zig:7    | Killed Siapt the pandemonium lord
159109 | Zig:8    | Entered Level 8 of a ziggurat
159173 | Zig:8    | Got a steaming silver ring
159175 | Zig:8    | Identified the ring "Gidots" {+Inv rC+ rN+ Str+2} (You found it on level 8 of a ziggurat)
159210 | Zig:9    | Entered Level 9 of a ziggurat
159234 | Zig:9    | Reached skill level 27 in Translocations
159251 | Zig:9    | Got a fine bronze ring
159253 | Zig:9    | Identified the ring of Liberalism {Wiz rC+ Str+4} (You found it on level 9 of a ziggurat)
159261 | Zig:9    | Got a vibrating diamond amulet
159262 | Zig:9    | Identified the amulet of Imnigh {+Rage rC+ MR+} (You found it on level 9 of a ziggurat)
159290 | Zig:10   | Entered Level 10 of a ziggurat
159354 | Zig:10   | Got a transparent ivory ring
159356 | Zig:10   | Identified the ring "Bisaodwe" {MP+9 Str+5} (You found it on level 10 of a ziggurat)
159402 | Zig:11   | Entered Level 11 of a ziggurat
159499 | Zig:12   | Entered Level 12 of a ziggurat
159625 | Zig:12   | Identified the Papyrus of Ashen Creation
159641 | Zig:13   | Entered Level 13 of a ziggurat
159704 | Zig:13   | Got a heavily runed gossamer ring
159706 | Zig:13   | Identified the cursed ring of Denn {rN++ Dex-2 Stlth+} (You found it on level 13 of a ziggurat)
159736 | Zig:14   | Entered Level 14 of a ziggurat
159743 | Zig:14   | Noticed a juggernaut
159745 | Zig:14   | Noticed a juggernaut
159747 | Zig:14   | Noticed a juggernaut
159747 | Zig:14   | Noticed a juggernaut
159748 | Zig:14   | Noticed a juggernaut
159748 | Zig:14   | Noticed a juggernaut
159756 | Zig:14   | Killed a juggernaut
159756 | Zig:14   | Killed a juggernaut
159756 | Zig:14   | Killed a juggernaut
159757 | Zig:14   | Killed a juggernaut
159757 | Zig:14   | Killed a juggernaut
159757 | Zig:14   | Killed a juggernaut
159840 | Zig:14   | Got a pitted graven amulet
159841 | Zig:14   | Identified the amulet of Qoatuute {Faith rPois rF+ Slay+6 Stlth-} (You found it on level 14 of a ziggurat)
159843 | Zig:14   | Got a translucent platinum amulet
159844 | Zig:14   | Identified the amulet "Geigo" {Gourm Str+3} (You found it on level 14 of a ziggurat)
159878 | Zig:15   | Entered Level 15 of a ziggurat
159891 | Zig:15   | Noticed a juggernaut
159892 | Zig:15   | Noticed a juggernaut
159892 | Zig:15   | Noticed a juggernaut
159892 | Zig:15   | Noticed a juggernaut
159893 | Zig:15   | Noticed a juggernaut
159894 | Zig:15   | Noticed a juggernaut
159896 | Zig:15   | Noticed a juggernaut
159898 | Zig:15   | Noticed a juggernaut
159899 | Zig:15   | Noticed a juggernaut
159899 | Zig:15   | Noticed a juggernaut
159900 | Zig:15   | Reached skill level 1 in Staves
159900 | Zig:15   | Killed a juggernaut
159900 | Zig:15   | Killed a juggernaut
159900 | Zig:15   | Killed a juggernaut
159900 | Zig:15   | Killed a juggernaut
159901 | Zig:15   | Killed a juggernaut
159901 | Zig:15   | Reached skill level 10 in Staves
159901 | Zig:15   | Killed a juggernaut
159901 | Zig:15   | Killed a juggernaut
159901 | Zig:15   | Killed a juggernaut
159902 | Zig:15   | Killed a juggernaut
159902 | Zig:15   | Killed a juggernaut
159915 | Zig:15   | Reached skill level 1 in Ice Magic
159916 | Zig:15   | Reached skill level 27 in Air Magic
159957 | Zig:15   | Identified the Incunabulum of Aerial Translocation
159965 | Zig:15   | Got a flickering steel ring
159967 | Zig:15   | Identified the ring of Ascent {MR+ Str+6 Dex+2} (You found it on level 15 of a ziggurat)
160001 | Zig:16   | Entered Level 16 of a ziggurat
160016 | Zig:16   | Noticed a juggernaut
160028 | Zig:16   | Killed a juggernaut
160143 | Zig:16   | Got a scintillating granite ring
160145 | Zig:16   | Identified the ring "Xiaxt" {Wiz MR- Str+6} (You found it on level 16 of a ziggurat)
160150 | Zig:16   | Got a ring of the Octopus King
160152 | Zig:16   | Identified a ring of the Octopus King {rF+ AC+1 EV+1 Str+1 Int+1 Dex+1} (You found it on level 16 of a ziggurat)
160165 | Zig:16   | Got a wavering golden ring
160167 | Zig:16   | Identified the ring "Tulep" {*Slow +Blink rPois Str+3 Dex+4} (You found it on level 16 of a ziggurat)
160192 | Zig:17   | Entered Level 17 of a ziggurat
160295 | Zig:17   | Reached skill level 5 in Ice Magic
160394 | Zig:17   | Identified the Guide on Icy Orientation
160423 | Zig:17   | Identified the cursed +0 hat "Wekyah" {rPois rN++ SInv Stlth-} (You found it on level 17 of a ziggurat)
160431 | Zig:18   | Entered Level 18 of a ziggurat
160508 | Zig:18   | Identified the Collected Works on Feathery Ice
160516 | Zig:18   | Got a coiled pewter amulet
160517 | Zig:18   | Identified the amulet "Tyewiss" {MR+ Regen+ Str-4 Dex+2} (You found it on level 18 of a ziggurat)
160522 | Zig:18   | Identified the Almanac of Conjuration
160534 | Zig:18   | Identified Sif Muna's Almanac of Glacial Black Rituals
160540 | Zig:18   | Got a twitching lapis lazuli ring
160542 | Zig:18   | Identified the ring of Rautacaocw {*Tele +Blink} (You found it on level 18 of a ziggurat)
160589 | Zig:19   | Entered Level 19 of a ziggurat
160658 | Zig:19   | Noticed Opritsidy the pandemonium lord
160683 | Zig:19   | Killed Opritsidy the pandemonium lord
160794 | Zig:19   | Got a glittering glass ring
160796 | Zig:19   | Identified the ring "Zyga" {-Tele rElec rC+ rN+ MR++} (You found it on level 19 of a ziggurat)
160806 | Zig:19   | Identified the Incunabulum of the Frostbite and Intoxication
160851 | Zig:20   | Entered Level 20 of a ziggurat
160861 | Zig:20   | Noticed a greater mummy
160862 | Zig:20   | Noticed a greater mummy
160887 | Zig:20   | Noticed a greater mummy
160909 | Zig:20   | Noticed a greater mummy
160921 | Zig:20   | Killed a greater mummy
160927 | Zig:20   | Killed a greater mummy
160938 | Zig:20   | Killed a greater mummy
160947 | Zig:20   | Noticed a greater mummy
160952 | Zig:20   | Noticed a greater mummy
160956 | Zig:20   | Noticed a greater mummy
160959 | Zig:20   | Killed a greater mummy
160959 | Zig:20   | Killed a greater mummy
160959 | Zig:20   | Killed a greater mummy
160964 | Zig:20   | Killed a greater mummy
160966 | Zig:20   | Noticed a greater mummy
160975 | Zig:20   | Noticed a greater mummy
160976 | Zig:20   | Noticed a greater mummy
160978 | Zig:20   | Killed a greater mummy
160981 | Zig:20   | Killed a greater mummy
160981 | Zig:20   | Killed a greater mummy
160984 | Zig:20   | Noticed a greater mummy
160992 | Zig:20   | Noticed a greater mummy
160997 | Zig:20   | Noticed a greater mummy
160998 | Zig:20   | Noticed a greater mummy
161001 | Zig:20   | Noticed a greater mummy
161002 | Zig:20   | Noticed a greater mummy
161003 | Zig:20   | Killed a greater mummy
161005 | Zig:20   | Noticed a greater mummy
161005 | Zig:20   | Noticed a greater mummy
161006 | Zig:20   | Killed a greater mummy
161009 | Zig:20   | Killed a greater mummy
161011 | Zig:20   | Killed a greater mummy
161011 | Zig:20   | Killed a greater mummy
161011 | Zig:20   | Killed a greater mummy
161011 | Zig:20   | Killed a greater mummy
161012 | Zig:20   | Killed a greater mummy
161014 | Zig:20   | Noticed a greater mummy
161016 | Zig:20   | Noticed a greater mummy
161028 | Zig:20   | Noticed a greater mummy
161036 | Zig:20   | Reached skill level 10 in Ice Magic
161037 | Zig:20   | Killed a greater mummy
161040 | Zig:20   | Noticed a greater mummy
161040 | Zig:20   | Killed a greater mummy
161040 | Zig:20   | Reached skill level 27 in Fighting
161043 | Zig:20   | Noticed a greater mummy
161043 | Zig:20   | Killed a greater mummy
161044 | Zig:20   | Killed a greater mummy
161052 | Zig:20   | Killed a greater mummy
161113 | Zig:20   | Got a glittering copper amulet
161114 | Zig:20   | Identified the amulet of the Fool {+Fly rF+ Regen+ Int+5} (You found it on level 20 of a ziggurat)
161130 | Zig:20   | Identified Vapnul's Tome of Boosts
161139 | Zig:20   | Got a crystal war axe
161140 | Zig:20   | Identified the +7 war axe "Hydraslayer" {venom, +Blink Str+4 Int-5 Stlth+} (You found it on level 20 of a ziggurat)
161159 | Zig:20   | Got a twisted demon whip
161160 | Zig:20   | Identified the cursed +0 demon whip "Ithathra" {freeze, MR+ Int+5 Dex-3} (You found it on level 20 of a ziggurat)
161178 | Zig:21   | Entered Level 21 of a ziggurat
161202 | Zig:21   | Reached skill level 27 in Shields
161234 | Zig:21   | Reached skill level 27 in Unarmed Combat
161376 | Zig:22   | Entered Level 22 of a ziggurat
161709 | Zig:22   | Reached skill level 15 in Ice Magic
161712 | Zig:22   | Reached skill level 15 in Maces & Flails
161720 | Zig:22   | Got a wavering turquoise ring
161722 | Zig:22   | Identified the ring "Veassecu" {rF+ Str+4 SInv} (You found it on level 22 of a ziggurat)
161729 | Zig:22   | Identified Sif Muna's Handbook of the Igneous Traveller
161732 | Zig:22   | Identified Forupuk's Guide on Helpful Creation
161739 | Zig:22   | Got a crystal hand crossbow
161740 | Zig:22   | Identified the +11 hand crossbow "Waf Daest" {flame, Fragile rN+ Dex+5 SInv} (You found it on level 22 of a ziggurat)
161744 | Zig:22   | Identified the +1 large shield "Hero's Friend" {Int+6 Dex+4} (You found it on level 22 of a ziggurat)
161748 | Zig:22   | Got a bound golden ring
161750 | Zig:22   | Identified the cursed ring "Intan" {AC-3 Slay+4} (You found it on level 22 of a ziggurat)
161763 | Zig:22   | Identified Sif Muna's Guide on Enchantment and Transformation
161895 | Zig:23   | Entered Level 23 of a ziggurat
162019 | Zig:23   | Identified the Compendium of Lucky Transmutation
162034 | Zig:23   | Identified the +0 pair of gloves of Valour {rC++ Str+2} (You found it on level 23 of a ziggurat)
162038 | Zig:23   | Got a twitching pewter ring
162040 | Zig:23   | Identified the ring of Miwk {rC++ MR+ MP+9 Str-5 Stlth+} (You found it on level 23 of a ziggurat)
162091 | Zig:23   | Got a steaming silver ring
162093 | Zig:23   | Identified the cursed ring "Pimann" {Str+6 Dex-3} (You found it on level 23 of a ziggurat)
162131 | Zig:24   | Entered Level 24 of a ziggurat
162149 | Zig:24   | Noticed an ancient lich
162150 | Zig:24   | Noticed an ancient lich
162151 | Zig:24   | Noticed an ancient lich
162152 | Zig:24   | Noticed an ancient lich
162158 | Zig:24   | Noticed an ancient lich
162158 | Zig:24   | Killed an ancient lich
162159 | Zig:24   | Killed an ancient lich
162160 | Zig:24   | Noticed an ancient lich
162160 | Zig:24   | Killed an ancient lich
162167 | Zig:24   | Killed an ancient lich
162169 | Zig:24   | Killed an ancient lich
162171 | Zig:24   | Killed an ancient lich
162331 | Zig:24   | Got a transparent pewter ring
162334 | Zig:24   | Identified the ring of Qyemn {rF+ MR+ Dex+4 Stlth+} (You found it on level 24 of a ziggurat)
162339 | Zig:24   | Got a fine war axe
162340 | Zig:24   | Identified the +4 war axe "Globulus" {flame, +Fly Str-2 Int-4 Dex+6} (You found it on level 24 of a ziggurat)
162346 | Zig:24   | Got a scintillating pewter ring
162348 | Zig:24   | Identified the ring of Zoth {rN+ Str+2 Stlth+} (You found it on level 24 of a ziggurat)
162362 | Zig:24   | Identified the Almanac of Warped Heat
162403 | Zig:25   | Entered Level 25 of a ziggurat
162651 | Zig:25   | Got a fine fustibalus
162652 | Zig:25   | Identified the +8 fustibalus of Shame {freeze, *Corrode rPois Str+6} (You found it on level 25 of a ziggurat)
162731 | Zig:26   | Entered Level 26 of a ziggurat
162778 | Zig:26   | Noticed Salyu the pandemonium lord
162789 | Zig:26   | Killed Salyu the pandemonium lord
162801 | Zig:26   | Reached skill level 27 in Hexes
162957 | Zig:26   | Identified Edytz's Compendium of Heat and Changing
162972 | Zig:26   | Got a brightly glowing wooden ring
162974 | Zig:26   | Identified the ring of the Mantidfly {*Corrode +Fly MR+ MP+9 Int+4} (You found it on level 26 of a ziggurat)
163055 | Zig:27   | Entered Level 27 of a ziggurat
163108 | Zig:27   | Reached skill level 1 in Poison Magic
163202 | Zig:27   | Got an ichor-stained hand crossbow
163203 | Zig:27   | Identified the cursed +1 hand crossbow of Nezashar {speed, *Drain rF+ rC+++ Dex+4} (You found it on level 27 of a ziggurat)
163205 | Zig:27   | Identified Sif Muna's Handbook of Scorching Displacement
163211 | Zig:27   | Identified the Papyrus of Talismans and Battle Magic
163238 | Zig:27   | Identified Ybucoth's Almanac of the Lost Lies
164103 | Zig:1    | Entered Level 1 of a ziggurat
164137 | Zig:2    | Entered Level 2 of a ziggurat
164249 | Zig:3    | Entered Level 3 of a ziggurat
164297 | Zig:4    | Entered Level 4 of a ziggurat
164372 | Zig:5    | Entered Level 5 of a ziggurat
164444 | Zig:5    | Got a twitching iron ring
164446 | Zig:5    | Identified the ring "Tummi" {-Tele rElec rPois AC+6} (You found it on level 5 of a ziggurat)
164466 | Zig:6    | Entered Level 6 of a ziggurat
164471 | Zig:6    | Reached skill level 5 in Poison Magic
164499 | Zig:6    | Got a smoking bronze ring
164501 | Zig:6    | Identified the ring "Baluwoih" {Wiz rElec} (You found it on level 6 of a ziggurat)
164516 | Zig:7    | Entered Level 7 of a ziggurat
164621 | Zig:7    | Got a ring of the Octopus King
164624 | Zig:7    | Got a fine golden amulet
164625 | Zig:7    | Identified the amulet of Kulumomm {-Tele +Rage rElec rPois Dex+4} (You found it on level 7 of a ziggurat)
164631 | Zig:7    | Identified the Incunabulum of Frigorific Black Rituals
164652 | Zig:8    | Entered Level 8 of a ziggurat
164742 | Zig:8    | Got a shimmering broad axe
164777 | Zig:9    | Entered Level 9 of a ziggurat
164883 | Zig:10   | Entered Level 10 of a ziggurat
164906 | Zig:10   | Reached skill level 15 in Charms
164957 | Zig:11   | Entered Level 11 of a ziggurat
164977 | Zig:11   | Noticed Miump the pandemonium lord
165022 | Zig:11   | Killed Miump the pandemonium lord
165098 | Zig:12   | Entered Level 12 of a ziggurat
165181 | Zig:12   | Reached skill level 10 in Poison Magic
165268 | Zig:12   | Identified the Papyrus of Warped Attacks
165274 | Zig:12   | Got a wavering copper ring
165276 | Zig:12   | Identified the ring "Beomigre" {rC+ Dex+2} (You found it on level 12 of a ziggurat)
165285 | Zig:12   | Got an ancient jade ring
165287 | Zig:12   | Identified the ring "Rowuuh" {+Inv rF++ MR+ Int+3 Dex-4} (You found it on level 12 of a ziggurat)
165344 | Zig:13   | Entered Level 13 of a ziggurat
165447 | Zig:13   | Got a slimy glass ring
165449 | Zig:13   | Identified the ring "Jiasm" {Wiz Int+5 Stlth-} (You found it on level 13 of a ziggurat)
165462 | Zig:13   | Identified Rastrip's Collected Works on Stones and the Entourage
165470 | Zig:13   | Identified the Incunabulum of Dark Weightlessness
165498 | Zig:14   | Entered Level 14 of a ziggurat
165639 | Zig:14   | Identified Esmauwet's Guide on Feathers and Companions
165643 | Zig:14   | Got a warped steel amulet
165644 | Zig:14   | Identified the amulet "Piuvoirch" {RegenMP Int+7 Dex-4} (You found it on level 14 of a ziggurat)
165646 | Zig:14   | Identified the +1 cloak of the Barracuda {Str+2} (You found it on level 14 of a ziggurat)
165658 | Zig:14   | Identified the Disquisition on Changing and Slavery
165662 | Zig:14   | Identified the +1 pair of gloves "Pithrus" {rPois rF+} (You found it on level 14 of a ziggurat)
165698 | Zig:15   | Entered Level 15 of a ziggurat
165745 | Zig:15   | Reached skill level 27 in Ice Magic
165818 | Zig:15   | Identified the Grimoire of Shape Shifting
165830 | Zig:15   | Got a bone hand crossbow
165831 | Zig:15   | Identified the +6 hand crossbow of Biug {velocity, +Blink} (You found it on level 15 of a ziggurat)
165855 | Zig:16   | Entered Level 16 of a ziggurat
166012 | Zig:16   | Got a shimmering lapis lazuli ring
166014 | Zig:16   | Identified the ring "Adat Ega" {Dex+2 Stlth+} (You found it on level 16 of a ziggurat)
166028 | Zig:16   | Got an iridescent fustibalus
166029 | Zig:16   | Identified the cursed +3 fustibalus of the Ship {venom, rN+} (You found it on level 16 of a ziggurat)
166071 | Zig:17   | Entered Level 17 of a ziggurat
166201 | Zig:17   | Got a brightly glowing platinum ring
166203 | Zig:17   | Identified the ring of Huit {rPois Str+2 Int+3 SInv} (You found it on level 17 of a ziggurat)
166208 | Zig:17   | Identified the Almanac of Hurtful Lightness
166219 | Zig:17   | Identified the Almanac of Curses and Air
166223 | Zig:17   | Got a shimmering hand crossbow
166224 | Zig:17   | Identified the +11 hand crossbow "Ditini" {elec, rC+ Str+2 Stlth+} (You found it on level 17 of a ziggurat)
166231 | Zig:17   | Got a twitching lead ring
166233 | Zig:17   | Identified the ring "Benuroc" {MR+ Str-3 Dex+9 Slay+3 Stlth+} (You found it on level 17 of a ziggurat)
166239 | Zig:17   | Identified the Tome of Clay and Dislocation
166269 | Zig:18   | Entered Level 18 of a ziggurat
166385 | Zig:18   | Identified the Volume of Dislocated Arcane Weapons
166396 | Zig:18   | Got a slimy wooden ring
166398 | Zig:18   | Identified the ring "Zoyfipsan" {MP+9 Str+2} (You found it on level 18 of a ziggurat)
166408 | Zig:18   | Got a glittering bone amulet
166409 | Zig:18   | Identified the amulet of Xiluass {Spirit Int+4} (You found it on level 18 of a ziggurat)
166439 | Zig:19   | Entered Level 19 of a ziggurat
166466 | Zig:19   | Reached skill level 15 in Poison Magic
166624 | Zig:19   | Identified the +0 cloak "Tuly" {+Fly} (You found it on level 19 of a ziggurat)
166630 | Zig:19   | Identified the cursed -2 cloak of the Little Devil {rElec MR- Dex+7 Stlth-} (You found it on level 19 of a ziggurat)
166632 | Zig:19   | Got an ancient wooden ring
166634 | Zig:19   | Identified the ring of the Nine Deaths {Fire Int+5} (You found it on level 19 of a ziggurat)
166668 | Zig:20   | Entered Level 20 of a ziggurat
166809 | Zig:20   | Got a translucent ivory ring
166811 | Zig:20   | Identified the ring of the Dolphin {rPois rN+ MP+9 Int-3 Dex+4} (You found it on level 20 of a ziggurat)
166819 | Zig:20   | Got a twisted hunting sling
166820 | Zig:20   | Identified the +1 hunting sling "Poti" {flame, Int+3 Stlth+} (You found it on level 20 of a ziggurat)
166828 | Zig:21   | Entered Level 21 of a ziggurat
166862 | Zig:21   | Reached skill level 27 in Necromancy
167025 | Zig:21   | Got a faintly glowing demon trident
167026 | Zig:21   | Identified the +5 demon trident "Myge" {vamp, Str+7} (You found it on level 21 of a ziggurat)
167036 | Zig:21   | Identified the Tome of Spatial Confrontation
167044 | Zig:21   | Identified the Tome of Clay and Weightlessness
167086 | Zig:22   | Entered Level 22 of a ziggurat
167313 | Zig:22   | Identified the Collected Works on Damage Dealing
167320 | Zig:22   | Identified Sif Muna's Volume of Frigorific Transmutation
167325 | Zig:22   | Got a warped platinum amulet
167326 | Zig:22   | Identified the amulet "Ificwot" {Harm *Drain rElec rC+ MR+ SInv} (You found it on level 22 of a ziggurat)
167336 | Zig:22   | Got a ring of the Octopus King
167351 | Zig:22   | Identified Sif Muna's Catalogue of Dusty Ice
167358 | Zig:22   | Identified the Papyrus of the Cloudy Escort
167363 | Zig:22   | Got a coiled diamond amulet
167364 | Zig:22   | Identified the amulet "Ron Emuph" {Inacc +Inv rF+ Dex+2} (You found it on level 22 of a ziggurat)
167405 | Zig:23   | Entered Level 23 of a ziggurat
167417 | Zig:23   | Noticed an ancient lich
167418 | Zig:23   | Noticed an ancient lich
167420 | Zig:23   | Noticed an ancient lich
167424 | Zig:23   | Noticed an ancient lich
167425 | Zig:23   | Noticed an ancient lich
167425 | Zig:23   | Noticed an ancient lich
167426 | Zig:23   | Noticed an ancient lich
167426 | Zig:23   | Noticed an ancient lich
167428 | Zig:23   | Noticed an ancient lich
167428 | Zig:23   | Noticed an ancient lich
167428 | Zig:23   | Noticed an ancient lich
167436 | Zig:23   | Killed an ancient lich
167436 | Zig:23   | Killed an ancient lich
167436 | Zig:23   | Killed an ancient lich
167436 | Zig:23   | Killed an ancient lich
167437 | Zig:23   | Killed an ancient lich
167438 | Zig:23   | Killed an ancient lich
167438 | Zig:23   | Killed an ancient lich
167439 | Zig:23   | Noticed an ancient lich
167439 | Zig:23   | Killed an ancient lich
167439 | Zig:23   | Killed an ancient lich
167439 | Zig:23   | Killed an ancient lich
167440 | Zig:23   | Noticed an ancient lich
167450 | Zig:23   | Killed an ancient lich
167455 | Zig:23   | Killed an ancient lich
167457 | Zig:23   | Killed an ancient lich
167590 | Zig:23   | Identified the +2 cloak "Qylioq" {rCorr MP-9 Str+7 Int+2} (You found it on level 23 of a ziggurat)
167596 | Zig:23   | Identified Budumej's Volume of Creative Confrontation
167643 | Zig:24   | Entered Level 24 of a ziggurat
167652 | Zig:24   | Noticed a greater mummy
167682 | Zig:24   | Noticed a greater mummy
167685 | Zig:24   | Killed a greater mummy
167685 | Zig:24   | Killed a greater mummy
167687 | Zig:24   | Noticed a greater mummy
167690 | Zig:24   | Killed a greater mummy
167692 | Zig:24   | Noticed a greater mummy
167694 | Zig:24   | Noticed a greater mummy
167696 | Zig:24   | Noticed a greater mummy
167696 | Zig:24   | Noticed a greater mummy
167698 | Zig:24   | Killed a greater mummy
167698 | Zig:24   | Killed a greater mummy
167700 | Zig:24   | Killed a greater mummy
167703 | Zig:24   | Killed a greater mummy
167705 | Zig:24   | Noticed a greater mummy
167706 | Zig:24   | Noticed a greater mummy
167707 | Zig:24   | Noticed a greater mummy
167707 | Zig:24   | Killed a greater mummy
167708 | Zig:24   | Noticed a greater mummy
167708 | Zig:24   | Killed a greater mummy
167710 | Zig:24   | Noticed a greater mummy
167710 | Zig:24   | Noticed a greater mummy
167710 | Zig:24   | Killed a greater mummy
167710 | Zig:24   | Killed a greater mummy
167711 | Zig:24   | Noticed a greater mummy
167713 | Zig:24   | Killed a greater mummy
167714 | Zig:24   | Killed a greater mummy
167715 | Zig:24   | Killed a greater mummy
167716 | Zig:24   | Noticed a greater mummy
167719 | Zig:24   | Noticed a greater mummy
167720 | Zig:24   | Noticed a greater mummy
167720 | Zig:24   | Killed a greater mummy
167720 | Zig:24   | Killed a greater mummy
167720 | Zig:24   | Killed a greater mummy
167725 | Zig:24   | Killed a greater mummy
167727 | Zig:24   | Noticed a greater mummy
167728 | Zig:24   | Noticed a greater mummy
167729 | Zig:24   | Noticed a greater mummy
167730 | Zig:24   | Noticed a greater mummy
167730 | Zig:24   | Killed a greater mummy
167731 | Zig:24   | Noticed a greater mummy
167731 | Zig:24   | Noticed a greater mummy
167732 | Zig:24   | Killed a greater mummy
167733 | Zig:24   | Noticed a greater mummy
167733 | Zig:24   | Noticed a greater mummy
167733 | Zig:24   | Killed a greater mummy
167733 | Zig:24   | Killed a greater mummy
167735 | Zig:24   | Noticed a greater mummy
167735 | Zig:24   | Killed a greater mummy
167735 | Zig:24   | Killed a greater mummy
167737 | Zig:24   | Noticed a greater mummy
167737 | Zig:24   | Killed a greater mummy
167737 | Zig:24   | Killed a greater mummy
167739 | Zig:24   | Noticed a greater mummy
167740 | Zig:24   | Killed a greater mummy
167743 | Zig:24   | Noticed a greater mummy
167743 | Zig:24   | Killed a greater mummy
167744 | Zig:24   | Noticed a greater mummy
167744 | Zig:24   | Killed a greater mummy
167745 | Zig:24   | Noticed a greater mummy
167746 | Zig:24   | Killed a greater mummy
167751 | Zig:24   | Killed a greater mummy
167752 | Zig:24   | Noticed a greater mummy
167753 | Zig:24   | Noticed a greater mummy
167756 | Zig:24   | Killed a greater mummy
167759 | Zig:24   | Noticed a greater mummy
167759 | Zig:24   | Killed a greater mummy
167762 | Zig:24   | Noticed a greater mummy
167762 | Zig:24   | Noticed a greater mummy
167763 | Zig:24   | Killed a greater mummy
167764 | Zig:24   | Killed a greater mummy
167768 | Zig:24   | Killed a greater mummy
167772 | Zig:24   | Killed a greater mummy
167866 | Zig:24   | Got a coiled wooden ring
167868 | Zig:24   | Identified the ring "Ruvaer" {-Tele Str+3 Int+6 SInv} (You found it on level 24 of a ziggurat)
167875 | Zig:24   | Identified the Collected Works on Lethal Ignition
167886 | Zig:24   | Identified Vehumet's Incunabulum of Fiery Conjuration
167950 | Zig:25   | Entered Level 25 of a ziggurat
167956 | Zig:25   | Noticed Britaniac's ghost (legendary MiFi)
167971 | Zig:25   | Cast into level 3 of the Abyss (short sword of distortion)
168010 | Zig:25   | Escaped the Abyss
168046 | Zig:25   | Reached skill level 15 in Stealth
168127 | Zig:25   | Killed Britaniac's ghost
168218 | Zig:25   | Got a sparkling jade ring
168224 | Zig:25   | Identified the ring "Nuabrutogge" {rCorr Str+3} (You found it on level 25 of a ziggurat)
168268 | Zig:25   | Identified the Collected Works on Dusty Snow
168295 | Zig:25   | Got an ancient granite ring
168297 | Zig:25   | Identified the ring "Baitixath" {+Fly Str+2} (You found it on level 25 of a ziggurat)
168303 | Zig:25   | Got a warped ivory ring
168305 | Zig:25   | Identified the ring "Duxe" {Ice MR+ Int+6 Slay+3} (You found it on level 25 of a ziggurat)
168309 | Zig:25   | Identified Zeschel's Compendium of Ghastly Battle Magic
168405 | Zig:26   | Entered Level 26 of a ziggurat
168432 | Zig:26   | Reached skill level 27 in Transmutations
168537 | Zig:26   | Identified the Catalogue of Unholy Rituals and Protection
168543 | Zig:26   | Identified Sif Muna's Reference Book on Earth and Shape Shifting
168633 | Zig:27   | Entered Level 27 of a ziggurat
168643 | Zig:27   | Noticed an orb of fire
168653 | Zig:27   | Noticed an orb of fire
168672 | Zig:27   | Killed an orb of fire
168676 | Zig:27   | Noticed an orb of fire
168686 | Zig:27   | Killed an orb of fire
168689 | Zig:27   | Noticed an orb of fire
168693 | Zig:27   | Noticed an orb of fire
168700 | Zig:27   | Noticed an orb of fire
168703 | Zig:27   | Noticed an orb of fire
168711 | Zig:27   | Killed an orb of fire
168713 | Zig:27   | Noticed an orb of fire
168713 | Zig:27   | Noticed an orb of fire
168730 | Zig:27   | Killed an orb of fire
168730 | Zig:27   | Killed an orb of fire
168731 | Zig:27   | Killed an orb of fire
168732 | Zig:27   | Killed an orb of fire
168735 | Zig:27   | Noticed an orb of fire
168744 | Zig:27   | Killed an orb of fire
168745 | Zig:27   | Killed an orb of fire
168761 | Zig:27   | Killed an orb of fire
168764 | Zig:27   | Noticed an orb of fire
168768 | Zig:27   | Noticed an orb of fire
168769 | Zig:27   | Noticed an orb of fire
168771 | Zig:27   | Noticed an orb of fire
168771 | Zig:27   | Noticed an orb of fire
168785 | Zig:27   | Killed an orb of fire
168787 | Zig:27   | Noticed an orb of fire
168788 | Zig:27   | Noticed an orb of fire
168793 | Zig:27   | Killed an orb of fire
168794 | Zig:27   | Noticed an orb of fire
168795 | Zig:27   | Killed an orb of fire
168798 | Zig:27   | Killed an orb of fire
168807 | Zig:27   | Noticed an orb of fire
168815 | Zig:27   | Killed an orb of fire
168817 | Zig:27   | Killed an orb of fire
168818 | Zig:27   | Killed an orb of fire
168821 | Zig:27   | Noticed an orb of fire
168821 | Zig:27   | Killed an orb of fire
168833 | Zig:27   | Killed an orb of fire
168847 | Zig:27   | Killed an orb of fire
168856 | Zig:27   | Noticed an orb of fire
168859 | Zig:27   | Noticed an orb of fire
168859 | Zig:27   | Reached skill level 27 in Charms
168861 | Zig:27   | Noticed an orb of fire
168864 | Zig:27   | Noticed an orb of fire
168866 | Zig:27   | Noticed an orb of fire
168867 | Zig:27   | Killed an orb of fire
168872 | Zig:27   | Noticed an orb of fire
168892 | Zig:27   | Killed an orb of fire
168893 | Zig:27   | Killed an orb of fire
168895 | Zig:27   | Killed an orb of fire
168903 | Zig:27   | Killed an orb of fire
168913 | Zig:27   | Killed an orb of fire
168922 | Zig:27   | Noticed an orb of fire
168934 | Zig:27   | Killed an orb of fire
168941 | Zig:27   | Noticed an orb of fire
168950 | Zig:27   | Noticed an orb of fire
168957 | Zig:27   | Killed an orb of fire
168972 | Zig:27   | Killed an orb of fire
169094 | Zig:27   | Reached skill level 15 in Staves
169101 | Zig:27   | Got a ring of the Octopus King
169128 | Zig:27   | Got a jewelled hunting sling
169129 | Zig:27   | Identified the cursed +0 hunting sling of Cheese {venom, +Blink rN+++ Int-5 Dex-5} (You found it on level 27 of a ziggurat)
169200 | Depths:1 | Identified a ring of the Octopus King {AC+1 EV+1 Str+1 Int+1 Dex+1 SInv} (You found it on level 7 of a ziggurat)
169202 | Depths:1 | Identified a ring of the Octopus King {MP+9 AC+1 EV+1 Str+1 Int+1 Dex+1} (You found it on level 27 of a ziggurat)
169204 | Depths:1 | Identified a ring of the Octopus King {rCorr AC+1 EV+1 Str+1 Int+1 Dex+1} (You found it on level 22 of a ziggurat)
170025 | Zig:1    | Entered Level 1 of a ziggurat
170067 | Zig:2    | Entered Level 2 of a ziggurat
170091 | Zig:3    | Entered Level 3 of a ziggurat
170105 | Zig:3    | Paralysed by a floating eye for 2 turns
170175 | Zig:4    | Entered Level 4 of a ziggurat
170212 | Zig:4    | Got a jewelled fustibalus
170213 | Zig:4    | Identified the +1 fustibalus "Loopy" {freeze, rN++ Int+3 Dex+2} (You found it on level 4 of a ziggurat)
170268 | Zig:5    | Entered Level 5 of a ziggurat
170537 | Zig:6    | Entered Level 6 of a ziggurat
170612 | Zig:6    | Got a transparent lead amulet
170613 | Zig:6    | Identified the amulet "Plog" {+Rage rC++} (You found it on level 6 of a ziggurat)
170625 | Zig:6    | Got a wavering lead ring
170627 | Zig:6    | Identified the ring "Riaxus" {rPois rC++ Str+4 Int+3} (You found it on level 6 of a ziggurat)
170648 | Zig:7    | Entered Level 7 of a ziggurat
170731 | Zig:7    | Got a transparent turquoise ring
170733 | Zig:7    | Identified the ring "Cudawn" {*Corrode rF++ rN+++ Int-3 Stlth+} (You found it on level 7 of a ziggurat)
170758 | Zig:8    | Entered Level 8 of a ziggurat
170839 | Zig:8    | Identified the Volume of Enchantment
170858 | Zig:9    | Entered Level 9 of a ziggurat
170949 | Zig:9    | Identified the +7 executioner's axe of Tension {chop, -Tele rF++ Dex+5} (You found it on level 9 of a ziggurat)
170970 | Zig:10   | Entered Level 10 of a ziggurat
170970 | Zig:10   | Noticed a greater mummy
170970 | Zig:10   | Noticed a greater mummy
170970 | Zig:10   | Noticed a greater mummy
170970 | Zig:10   | Noticed a greater mummy
170970 | Zig:10   | Noticed a greater mummy
170977 | Zig:10   | Killed a greater mummy
170977 | Zig:10   | Killed a greater mummy
170977 | Zig:10   | Killed a greater mummy
170978 | Zig:10   | Killed an ancient lich
170978 | Zig:10   | Killed a greater mummy
170990 | Zig:10   | Noticed a greater mummy
170990 | Zig:10   | Killed a greater mummy
170991 | Zig:10   | Killed a greater mummy
170997 | Zig:10   | Noticed a greater mummy
170998 | Zig:10   | Killed a greater mummy
171070 | Zig:10   | Identified the Volume of Arcane Weapons and the Compass
171104 | Zig:11   | Entered Level 11 of a ziggurat
171104 | Zig:11   | Noticed a greater mummy
171117 | Zig:11   | Noticed a greater mummy
171118 | Zig:11   | Noticed a greater mummy
171118 | Zig:11   | Noticed a greater mummy
171121 | Zig:11   | Noticed a greater mummy
171123 | Zig:11   | Killed a greater mummy
171123 | Zig:11   | Killed a greater mummy
171124 | Zig:11   | Killed a greater mummy
171126 | Zig:11   | Killed a greater mummy
171127 | Zig:11   | Noticed a greater mummy
171128 | Zig:11   | Killed a greater mummy
171133 | Zig:11   | Killed a greater mummy
171134 | Zig:11   | Noticed a greater mummy
171136 | Zig:11   | Killed a greater mummy
171141 | Zig:11   | Noticed a greater mummy
171144 | Zig:11   | Killed a greater mummy
171144 | Zig:11   | Killed a greater mummy
171144 | Zig:11   | Killed a greater mummy
171144 | Zig:11   | Killed a greater mummy
171233 | Zig:12   | Entered Level 12 of a ziggurat
171236 | Zig:12   | Noticed an orb of fire
171236 | Zig:12   | Noticed an orb of fire
171237 | Zig:12   | Noticed an orb of fire
171237 | Zig:12   | Noticed an orb of fire
171237 | Zig:12   | Noticed an orb of fire
171237 | Zig:12   | Noticed an orb of fire
171237 | Zig:12   | Noticed an orb of fire
171260 | Zig:12   | Killed an orb of fire
171279 | Zig:12   | Killed an orb of fire
171289 | Zig:12   | Killed an orb of fire
171301 | Zig:12   | Noticed an orb of fire
171303 | Zig:12   | Noticed an orb of fire
171308 | Zig:12   | Noticed an orb of fire
171314 | Zig:12   | Killed an orb of fire
171314 | Zig:12   | Killed an orb of fire
171320 | Zig:12   | Killed an orb of fire
171327 | Zig:12   | Killed an orb of fire
171327 | Zig:12   | Reached skill level 27 in Poison Magic
171331 | Zig:12   | Killed an orb of fire
171332 | Zig:12   | Noticed an orb of fire
171334 | Zig:12   | Noticed an orb of fire
171335 | Zig:12   | Noticed an orb of fire
171341 | Zig:12   | Killed an orb of fire
171351 | Zig:12   | Killed an orb of fire
171367 | Zig:12   | Killed an orb of fire
171379 | Zig:12   | Killed an orb of fire
171388 | Zig:12   | Killed an orb of fire
171389 | Zig:12   | Reached skill level 27 in Stealth
171496 | Zig:13   | Entered Level 13 of a ziggurat
171524 | Zig:13   | Reached skill level 1 in Invocations
171532 | Zig:13   | Reached skill level 27 in Axes
171534 | Zig:13   | Reached skill level 5 in Invocations
171646 | Zig:14   | Entered Level 14 of a ziggurat
171663 | Zig:14   | Reached skill level 10 in Invocations
171731 | Zig:14   | Got a slimy demon trident
171732 | Zig:14   | Identified the cursed +3 demon trident of Arrival {venom, rF+ MP+9} (You found it on level 14 of a ziggurat)
171733 | Zig:14   | Identified the Incunabulum of Companions
171765 | Zig:15   | Entered Level 15 of a ziggurat
171781 | Zig:15   | Reached skill level 15 in Invocations
171856 | Zig:15   | Got a translucent steel ring
171859 | Zig:15   | Identified the ring "Sammuzaz" {Str+3 Int+4} (You found it on level 15 of a ziggurat)
171866 | Zig:15   | Got a fine hand crossbow
171867 | Zig:15   | Identified the +11 hand crossbow "Ucukhok" {penet, Str+2} (You found it on level 15 of a ziggurat)
172077 | Zig:16   | Entered Level 16 of a ziggurat
172082 | Zig:16   | Noticed an ancient lich
172087 | Zig:16   | Noticed an ancient lich
172088 | Zig:16   | Noticed an ancient lich
172096 | Zig:16   | Noticed an ancient lich
172096 | Zig:16   | Noticed an ancient lich
172098 | Zig:16   | Noticed an ancient lich
172098 | Zig:16   | Killed an ancient lich
172099 | Zig:16   | Killed an ancient lich
172100 | Zig:16   | Killed an ancient lich
172106 | Zig:16   | Killed an ancient lich
172108 | Zig:16   | Killed an ancient lich
172108 | Zig:16   | Killed an ancient lich
172194 | Zig:16   | Got a twitching granite ring
172198 | Zig:16   | Identified the ring of Nocukymy {rC+ Int+4} (You found it on level 16 of a ziggurat)
172250 | Zig:17   | Entered Level 17 of a ziggurat
172405 | Zig:18   | Entered Level 18 of a ziggurat
172411 | Zig:18   | Noticed an ancient lich
172411 | Zig:18   | Noticed an ancient lich
172412 | Zig:18   | Noticed an ancient lich
172417 | Zig:18   | Noticed an ancient lich
172421 | Zig:18   | Noticed an ancient lich
172423 | Zig:18   | Killed an ancient lich
172425 | Zig:18   | Noticed an ancient lich
172425 | Zig:18   | Killed an ancient lich
172425 | Zig:18   | Killed an ancient lich
172427 | Zig:18   | Killed an ancient lich
172437 | Zig:18   | Killed an ancient lich
172439 | Zig:18   | Killed an ancient lich
172439 | Zig:18   | Reached skill level 27 in Staves
172528 | Zig:18   | Identified the Catalogue of Enthralling Moulding
172539 | Zig:18   | Got a scorched silver amulet
172540 | Zig:18   | Identified the amulet of the Four Spirits {Gourm Int+3} (You found it on level 18 of a ziggurat)
172543 | Zig:18   | Got a crude war axe
172544 | Zig:18   | Identified the +3 war axe "Efoal" {chop, rElec Str+4} (You found it on level 18 of a ziggurat)
172574 | Zig:18   | Got a scorched hand crossbow
172575 | Zig:18   | Identified the +4 hand crossbow of Loki's Execution {elec, rElec Int+4 Dex+3 Stlth+} (You found it on level 18 of a ziggurat)
172603 | Zig:19   | Entered Level 19 of a ziggurat
172622 | Zig:19   | Reached skill level 27 in Invocations
172622 | Zig:19   | Reached skill level 1 in Short Blades
172623 | Zig:19   | Reached skill level 5 in Short Blades
172624 | Zig:19   | Reached skill level 10 in Short Blades
172634 | Zig:19   | Reached skill level 5 in Crossbows
172636 | Zig:19   | Reached skill level 10 in Crossbows
172685 | Zig:19   | Got a vibrating turquoise ring
172692 | Zig:19   | Identified the ring "Anair" {rN+ MR- Int+4 Slay+3 Stlth+} (You found it on level 19 of a ziggurat)
172703 | Zig:19   | Got a flickering jade ring
172705 | Zig:19   | Identified the ring of the Stallion {rCorr MR++} (You found it on level 19 of a ziggurat)
172722 | Zig:19   | Identified the Reference Book on Ghastly Augmentations
172781 | Zig:20   | Entered Level 20 of a ziggurat
172798 | Zig:20   | Reached skill level 15 in Crossbows
172910 | Zig:20   | Got a pitted jade ring
172912 | Zig:20   | Identified the ring "Geaxoj" {+Fly rC- MR+ MP+9 Str+4} (You found it on level 20 of a ziggurat)
172916 | Zig:20   | Got a crystal war axe
172917 | Zig:20   | Identified the +5 war axe "Ariwnun" {elec, Int+5} (You found it on level 20 of a ziggurat)
172946 | Zig:20   | Got a transparent marble ring
172948 | Zig:20   | Identified the ring of the Doge {AC+1 Dex+4 Slay-5 SInv} (You found it on level 20 of a ziggurat)
172955 | Zig:20   | Got a twisted hunting sling
172956 | Zig:20   | Identified the +5 hunting sling of Wuruts {velocity, +Blink rC+ Stlth+} (You found it on level 20 of a ziggurat)
172965 | Zig:20   | Got a ring of the Octopus King
173129 | Zig:21   | Entered Level 21 of a ziggurat
173135 | Zig:21   | Noticed a juggernaut
173137 | Zig:21   | Noticed a juggernaut
173138 | Zig:21   | Noticed a juggernaut
173138 | Zig:21   | Noticed a juggernaut
173139 | Zig:21   | Noticed a juggernaut
173140 | Zig:21   | Noticed a juggernaut
173143 | Zig:21   | Noticed a juggernaut
173144 | Zig:21   | Killed a juggernaut
173145 | Zig:21   | Noticed a juggernaut
173145 | Zig:21   | Killed a juggernaut
173145 | Zig:21   | Killed a juggernaut
173145 | Zig:21   | Killed a juggernaut
173145 | Zig:21   | Killed a juggernaut
173146 | Zig:21   | Noticed a juggernaut
173146 | Zig:21   | Noticed a juggernaut
173146 | Zig:21   | Noticed a juggernaut
173146 | Zig:21   | Killed a juggernaut
173147 | Zig:21   | Noticed a juggernaut
173147 | Zig:21   | Noticed a juggernaut
173150 | Zig:21   | Noticed a juggernaut
173156 | Zig:21   | Killed a juggernaut
173157 | Zig:21   | Killed a juggernaut
173157 | Zig:21   | Killed a juggernaut
173157 | Zig:21   | Killed a juggernaut
173158 | Zig:21   | Killed a juggernaut
173158 | Zig:21   | Killed a juggernaut
173158 | Zig:21   | Killed a juggernaut
173158 | Zig:21   | Killed a juggernaut
173299 | Zig:21   | Identified the +4 ice dragon scales "Muqud" {rPois rF- rC++} (You found it on level 21 of a ziggurat)
173326 | Zig:22   | Entered Level 22 of a ziggurat
173328 | Zig:22   | Noticed a greater mummy
173328 | Zig:22   | Noticed a greater mummy
173339 | Zig:22   | Noticed a greater mummy
173342 | Zig:22   | Killed a greater mummy
173345 | Zig:22   | Killed a greater mummy
173345 | Zig:22   | Killed a greater mummy
173347 | Zig:22   | Killed a greater mummy
173348 | Zig:22   | Noticed a greater mummy
173351 | Zig:22   | Noticed a greater mummy
173351 | Zig:22   | Killed a greater mummy
173352 | Zig:22   | Noticed a greater mummy
173353 | Zig:22   | Noticed a greater mummy
173354 | Zig:22   | Noticed a greater mummy
173354 | Zig:22   | Killed a greater mummy
173355 | Zig:22   | Noticed a greater mummy
173355 | Zig:22   | Noticed a greater mummy
173357 | Zig:22   | Killed a greater mummy
173357 | Zig:22   | Killed a greater mummy
173357 | Zig:22   | Killed a greater mummy
173358 | Zig:22   | Killed a greater mummy
173358 | Zig:22   | Killed a greater mummy
173359 | Zig:22   | Noticed a greater mummy
173360 | Zig:22   | Noticed a greater mummy
173362 | Zig:22   | Killed a greater mummy
173363 | Zig:22   | Noticed a greater mummy
173364 | Zig:22   | Noticed a greater mummy
173365 | Zig:22   | Noticed a greater mummy
173365 | Zig:22   | Noticed a greater mummy
173365 | Zig:22   | Killed a greater mummy
173366 | Zig:22   | Noticed a greater mummy
173367 | Zig:22   | Killed a greater mummy
173367 | Zig:22   | Killed a greater mummy
173367 | Zig:22   | Killed a greater mummy
173367 | Zig:22   | Killed a greater mummy
173367 | Zig:22   | Killed a greater mummy
173369 | Zig:22   | Noticed a greater mummy
173372 | Zig:22   | Noticed a greater mummy
173372 | Zig:22   | Noticed a greater mummy
173372 | Zig:22   | Noticed a greater mummy
173372 | Zig:22   | Killed a greater mummy
173373 | Zig:22   | Noticed a greater mummy
173373 | Zig:22   | Killed a greater mummy
173374 | Zig:22   | Killed a greater mummy
173375 | Zig:22   | Killed a greater mummy
173376 | Zig:22   | Noticed a greater mummy
173376 | Zig:22   | Killed a greater mummy
173379 | Zig:22   | Killed a greater mummy
173381 | Zig:22   | Noticed a greater mummy
173381 | Zig:22   | Noticed a greater mummy
173381 | Zig:22   | Killed a greater mummy
173381 | Zig:22   | Killed a greater mummy
173384 | Zig:22   | Noticed a greater mummy
173384 | Zig:22   | Noticed a greater mummy
173384 | Zig:22   | Killed a greater mummy
173384 | Zig:22   | Reached skill level 15 in Short Blades
173385 | Zig:22   | Noticed a greater mummy
173386 | Zig:22   | Killed a greater mummy
173386 | Zig:22   | Killed a greater mummy
173387 | Zig:22   | Noticed a greater mummy
173387 | Zig:22   | Killed a greater mummy
173389 | Zig:22   | Noticed a greater mummy
173390 | Zig:22   | Noticed a greater mummy
173391 | Zig:22   | Killed a greater mummy
173391 | Zig:22   | Killed a greater mummy
173394 | Zig:22   | Killed a greater mummy
173394 | Zig:22   | Killed a greater mummy
173395 | Zig:22   | Noticed a greater mummy
173396 | Zig:22   | Killed a greater mummy
173402 | Zig:22   | Noticed a greater mummy
173405 | Zig:22   | Noticed a greater mummy
173405 | Zig:22   | Killed a greater mummy
173406 | Zig:22   | Killed a greater mummy
173407 | Zig:22   | Killed a greater mummy
173487 | Zig:22   | Identified Sif Muna's Volume of Shifting Stolen Souls
173496 | Zig:22   | Identified the Tome of Virous Conjuration
173506 | Zig:22   | Identified the +8 executioner's axe of Defence {flame, *Slow +Inv rF++ Int+3} (You found it on level 22 of a ziggurat)
173563 | Zig:23   | Entered Level 23 of a ziggurat
173594 | Zig:23   | Reached skill level 27 in Maces & Flails
173713 | Zig:23   | Got a shimmering lapis lazuli ring
173715 | Zig:23   | Identified the ring of Wec Kon {+Blink rPois rF- Dex+4} (You found it on level 23 of a ziggurat)
173731 | Zig:23   | Got a pitted zirconium amulet
173732 | Zig:23   | Identified the amulet "Hogalom" {Reflect SH+3 Stlth+} (You found it on level 23 of a ziggurat)
173735 | Zig:23   | Identified Sif Muna's Guide on Harmful Weightlessness
173737 | Zig:23   | Got a transparent jade ring
173739 | Zig:23   | Identified the ring of Intercession {+Inv rPois MR+ Stlth+} (You found it on level 23 of a ziggurat)
173744 | Zig:23   | Identified Sorcery for Rookies
173745 | Zig:23   | Identified the Handbook of the Shifting Entourage
173769 | Zig:24   | Entered Level 24 of a ziggurat
173846 | Zig:24   | Reached skill level 1 in Bows
173849 | Zig:24   | Noticed Otifan the pandemonium lord
173851 | Zig:24   | Killed Otifan the pandemonium lord
173863 | Zig:24   | Reached skill level 27 in Crossbows
173888 | Zig:24   | Reached skill level 5 in Bows
173981 | Zig:24   | Got a ring of the Octopus King
173986 | Zig:24   | Got a ring of the Octopus King
174006 | Zig:24   | Got a twisted hunting sling
174007 | Zig:24   | Identified the +8 hunting sling "Runwoex" {freeze, +Inv} (You found it on level 24 of a ziggurat)
174055 | Zig:25   | Entered Level 25 of a ziggurat
174084 | Zig:25   | Reached skill level 10 in Bows
174329 | Zig:26   | Entered Level 26 of a ziggurat
174515 | Zig:26   | Got a faintly glowing silver ring
174517 | Zig:26   | Identified the ring "Othys" {rF- rC+ Dex+2 SInv} (You found it on level 26 of a ziggurat)
174536 | Zig:26   | Got a warped iron ring
174538 | Zig:26   | Identified the ring of Xom's Entertainment {rElec rPois rN+ Str-4 Int+3} (You found it on level 26 of a ziggurat)
174561 | Zig:26   | Got a warped iron ring
174563 | Zig:26   | Identified the ring of the Blind Eye {*Tele MP+9 SInv} (You found it on level 26 of a ziggurat)
174569 | Zig:26   | Identified the Volume of the Voyage and Feathers
174576 | Zig:26   | Got a translucent tin ring
174578 | Zig:26   | Identified the ring of Jyfacysh {rPois rF- rN+ Dex+4} (You found it on level 26 of a ziggurat)
174618 | Zig:27   | Entered Level 27 of a ziggurat
174626 | Zig:27   | Reached skill level 15 in Bows
174666 | Zig:27   | Paralysed by accursed screaming for 1 turns
174872 | Zig:27   | Identified Wiczirur's Guide on Blistering Attacks
174884 | Zig:27   | Identified Totam's Papyrus of Flames and Stones
174895 | Zig:27   | Got a wavering bone ring
174897 | Zig:27   | Identified the ring "Hutulaoku" {rC+ AC+2 Int-5 Stlth+} (You found it on level 27 of a ziggurat)
174909 | Zig:27   | Got a coiled iron ring
174911 | Zig:27   | Identified the ring "Uciafaf" {Str+4 Slay+2} (You found it on level 27 of a ziggurat)
174933 | Zig:27   | Identified the Tome of Hurtful Talismans
174943 | Zig:27   | Reached skill level 27 in Short Blades
174944 | Zig:27   | Reached skill level 15 in Earth Magic
174955 | Zig:27   | Got a translucent broad axe
175109 | Depths:1 | Identified a ring of the Octopus King {rC+ AC+1 EV+1 Str+1 Int+1 Dex+1} (You found it on level 20 of a ziggurat)
175111 | Depths:1 | Identified a ring of the Octopus King {AC+1 EV+1 Str+1 Int+1 Dex+1 Stlth+} (You found it on level 24 of a ziggurat)
175113 | Depths:1 | Identified a ring of the Octopus King {Wiz AC+1 EV+1 Str+1 Int+1 Dex+1} (You found it on level 24 of a ziggurat)
175153 | Depths:2 | Identified the +0 large shield of the Snake Pit {Int+2} (You acquired it on level 2 of the Depths)
175154 | Depths:2 | Identified the +1 hat "Yva Saoq" {MP+9 Stlth+} (You acquired it on level 2 of the Depths)
175211 | Zig:1    | Entered Level 1 of a ziggurat
175253 | Zig:2    | Entered Level 2 of a ziggurat
175292 | Zig:3    | Entered Level 3 of a ziggurat
175337 | Zig:4    | Entered Level 4 of a ziggurat
175409 | Zig:5    | Entered Level 5 of a ziggurat
175456 | Zig:5    | Got a warped falchion
175482 | Zig:6    | Entered Level 6 of a ziggurat
175494 | Zig:6    | Reached skill level 15 in Long Blades
175565 | Zig:7    | Entered Level 7 of a ziggurat
175568 | Zig:7    | Noticed an ancient lich
175569 | Zig:7    | Noticed an ancient lich
175583 | Zig:7    | Killed an ancient lich
175592 | Zig:7    | Killed an ancient lich
175634 | Zig:7    | Got a twitching wooden ring
175638 | Zig:7    | Identified the ring of the Little Devil {rF+ Stlth-} (You found it on level 7 of a ziggurat)
175649 | Zig:7    | Identified the Incunabulum of Freezing Flight
175679 | Zig:8    | Entered Level 8 of a ziggurat
175757 | Zig:8    | Got a steaming silver ring
175759 | Zig:8    | Identified the ring of Gytsoth {*Slow rC+ rN+ Str+3} (You found it on level 8 of a ziggurat)
175769 | Zig:8    | Got a brightly glowing iron ring
175771 | Zig:8    | Identified the ring of Iffeobir {rElec rC+ Str+4 SInv} (You found it on level 8 of a ziggurat)
175824 | Zig:9    | Entered Level 9 of a ziggurat
175827 | Zig:9    | Noticed an ancient lich
175840 | Zig:9    | Killed an ancient lich
175929 | Zig:9    | Got a steaming tin ring
175931 | Zig:9    | Identified the ring of Fiorphaq {rElec Int+2} (You found it on level 9 of a ziggurat)
175962 | Zig:10   | Entered Level 10 of a ziggurat
175964 | Zig:10   | Noticed an ancient lich
175965 | Zig:10   | Noticed an ancient lich
175966 | Zig:10   | Noticed an ancient lich
175966 | Zig:10   | Noticed an ancient lich
175972 | Zig:10   | Noticed an ancient lich
175975 | Zig:10   | Noticed an ancient lich
175976 | Zig:10   | Killed an ancient lich
175979 | Zig:10   | Killed an ancient lich
175980 | Zig:10   | Killed an ancient lich
175980 | Zig:10   | Killed an ancient lich
175981 | Zig:10   | Killed an ancient lich
175995 | Zig:10   | Killed an ancient lich
176014 | Zig:10   | Got a ring of the Octopus King
176015 | Zig:10   | Identified the Catalogue of Evil Secrets and Feathers
176017 | Zig:10   | Identified Vofu's Catalogue of the Rocks and Displacement
176070 | Zig:11   | Entered Level 11 of a ziggurat
176130 | Zig:11   | Got a steaming ivory amulet
176131 | Zig:11   | Identified the amulet "Luqigg" {Reflect rN+ Str+3 SH+3} (You found it on level 11 of a ziggurat)
176138 | Zig:11   | Got a flickering golden ring
176140 | Zig:11   | Identified the ring "Demantire" {-Tele rN+ Str+6 Slay+6} (You found it on level 11 of a ziggurat)
176144 | Zig:11   | Got a slimy fustibalus
176145 | Zig:11   | Identified the +9 fustibalus "Saotrusoh" {velocity, Fragile MR+ Str+3 Int+6} (You found it on level 11 of a ziggurat)
176201 | Zig:12   | Entered Level 12 of a ziggurat
176204 | Zig:12   | Noticed an ancient lich
176206 | Zig:12   | Noticed an ancient lich
176207 | Zig:12   | Noticed an ancient lich
176211 | Zig:12   | Noticed an ancient lich
176217 | Zig:12   | Noticed an ancient lich
176218 | Zig:12   | Noticed an ancient lich
176218 | Zig:12   | Reached skill level 27 in Long Blades
176220 | Zig:12   | Killed an ancient lich
176221 | Zig:12   | Killed an ancient lich
176222 | Zig:12   | Killed an ancient lich
176224 | Zig:12   | Killed an ancient lich
176228 | Zig:12   | Killed an ancient lich
176243 | Zig:12   | Killed an ancient lich
176304 | Zig:12   | Got a steaming silver amulet
176305 | Zig:12   | Identified the amulet of Daisies {Reflect rPois MR+ Int-3 SH+6} (You found it on level 12 of a ziggurat)
176339 | Zig:12   | Got a coiled copper ring
176341 | Zig:12   | Identified the ring "Ozuotz Kogo" {rElec Str+3} (You found it on level 12 of a ziggurat)
176385 | Zig:13   | Entered Level 13 of a ziggurat
176394 | Zig:13   | Reached skill level 5 in Slings
176396 | Zig:13   | Reached skill level 10 in Slings
176512 | Zig:13   | Got a wavering bronze amulet
176513 | Zig:13   | Identified the amulet "Ahat" {Faith +Blink} (You found it on level 13 of a ziggurat)
176518 | Zig:13   | Identified Vehumet's Compendium of Blows and Bruises
176544 | Zig:13   | Got a bloodstained hand crossbow
176545 | Zig:13   | Identified the +6 hand crossbow of Fate {penet, rF+} (You found it on level 13 of a ziggurat)
176605 | Zig:14   | Entered Level 14 of a ziggurat
176786 | Zig:15   | Entered Level 15 of a ziggurat
177000 | Zig:16   | Entered Level 16 of a ziggurat
177070 | Zig:16   | Got a faintly glowing jade ring
177072 | Zig:16   | Identified the cursed ring of Ideucott {rC++ AC-2 Int+2} (You found it on level 16 of a ziggurat)
177129 | Zig:17   | Entered Level 17 of a ziggurat
177215 | Zig:17   | Identified the +2 cloak of Xywupe {rPois rC- Dex+3} (You found it on level 17 of a ziggurat)
177218 | Zig:17   | Identified the +2 cloak of Pan-Flutes {+Blink rElec rN+ Str+2 Int-3} (You found it on level 17 of a ziggurat)
177222 | Zig:17   | Identified the +13 crystal plate armour of Yxkax {rPois Str+2 Dex+6} (You found it on level 17 of a ziggurat)
177287 | Zig:18   | Entered Level 18 of a ziggurat
177292 | Zig:18   | Noticed Libb the pandemonium lord
177292 | Zig:18   | Noticed Wajau the pandemonium lord
177292 | Zig:18   | Noticed Upnidy the pandemonium lord
177292 | Zig:18   | Noticed Sepluoch the pandemonium lord
177292 | Zig:18   | Noticed Suoqeng the pandemonium lord
177307 | Zig:18   | Noticed Ydicw the pandemonium lord
177308 | Zig:18   | Noticed Poboxko the pandemonium lord
177309 | Zig:18   | Killed Poboxko the pandemonium lord
177310 | Zig:18   | Killed Suoqeng the pandemonium lord
177312 | Zig:18   | Noticed Uri Saph the pandemonium lord
177314 | Zig:18   | Noticed Sesel the pandemonium lord
177314 | Zig:18   | Killed Uri Saph the pandemonium lord
177317 | Zig:18   | Noticed Miets the pandemonium lord
177317 | Zig:18   | Noticed Xiony the pandemonium lord
177317 | Zig:18   | Killed Ydicw the pandemonium lord
177318 | Zig:18   | Killed Upnidy the pandemonium lord
177320 | Zig:18   | Noticed Nediat the pandemonium lord
177320 | Zig:18   | Noticed Uhaled the pandemonium lord
177320 | Zig:18   | Killed Miets the pandemonium lord
177320 | Zig:18   | Killed Libb the pandemonium lord
177320 | Zig:18   | Killed Sesel the pandemonium lord
177321 | Zig:18   | Killed Uhaled the pandemonium lord
177322 | Zig:18   | Noticed Wag Archa the pandemonium lord
177322 | Zig:18   | Killed Sepluoch the pandemonium lord
177324 | Zig:18   | Noticed Xietu the pandemonium lord
177325 | Zig:18   | Noticed Bat Eh Tefo the pandemonium lord
177326 | Zig:18   | Noticed Kuwuucan the pandemonium lord
177327 | Zig:18   | Noticed Hiofe Coph the pandemonium lord
177327 | Zig:18   | Killed Kuwuucan the pandemonium lord
177328 | Zig:18   | Noticed Jurchur the pandemonium lord
177328 | Zig:18   | Noticed Vuufaed the pandemonium lord
177328 | Zig:18   | Noticed Kiskibb the pandemonium lord
177329 | Zig:18   | Noticed Dyturi the pandemonium lord
177329 | Zig:18   | Killed Hiofe Coph the pandemonium lord
177329 | Zig:18   | Killed Bat Eh Tefo the pandemonium lord
177330 | Zig:18   | Killed Xiony the pandemonium lord
177331 | Zig:18   | Noticed Voacwiw the pandemonium lord
177332 | Zig:18   | Noticed Nateb the pandemonium lord
177332 | Zig:18   | Noticed Otewkol the pandemonium lord
177332 | Zig:18   | Noticed Fath the pandemonium lord
177332 | Zig:18   | Noticed Tujaokh the pandemonium lord
177332 | Zig:18   | Noticed Mieni the pandemonium lord
177332 | Zig:18   | Noticed Gouhet Xate the pandemonium lord
177332 | Zig:18   | Killed Jurchur the pandemonium lord
177334 | Zig:18   | Killed Nediat the pandemonium lord
177334 | Zig:18   | Killed Tujaokh the pandemonium lord
177334 | Zig:18   | Killed Kiskibb the pandemonium lord
177335 | Zig:18   | Killed Nateb the pandemonium lord
177339 | Zig:18   | Noticed Ikiewn the pandemonium lord
177340 | Zig:18   | Noticed Fateeda the pandemonium lord
177341 | Zig:18   | Noticed Woarocog the pandemonium lord
177342 | Zig:18   | Noticed Plog the pandemonium lord
177344 | Zig:18   | Noticed Tihexke the pandemonium lord
177344 | Zig:18   | Killed Xietu the pandemonium lord
177344 | Zig:18   | Killed Otewkol the pandemonium lord
177345 | Zig:18   | Killed Wajau the pandemonium lord
177345 | Zig:18   | Killed Dyturi the pandemonium lord
177349 | Zig:18   | Noticed Yrumymn the pandemonium lord
177350 | Zig:18   | Killed Yrumymn the pandemonium lord
177350 | Zig:18   | Killed Fath the pandemonium lord
177350 | Zig:18   | Killed Voacwiw the pandemonium lord
177352 | Zig:18   | Killed Ikiewn the pandemonium lord
177352 | Zig:18   | Killed Fateeda the pandemonium lord
177356 | Zig:18   | Noticed Coyhic Ischeh the pandemonium lord
177357 | Zig:18   | Killed Plog the pandemonium lord
177359 | Zig:18   | Noticed Zoipluigg the pandemonium lord
177359 | Zig:18   | Killed Woarocog the pandemonium lord
177360 | Zig:18   | Killed Vuufaed the pandemonium lord
177360 | Zig:18   | Killed Mieni the pandemonium lord
177363 | Zig:18   | Killed Gouhet Xate the pandemonium lord
177369 | Zig:18   | Killed Wag Archa the pandemonium lord
177377 | Zig:18   | Killed Zoipluigg the pandemonium lord
177378 | Zig:18   | Killed Tihexke the pandemonium lord
177390 | Zig:18   | Killed Coyhic Ischeh the pandemonium lord
177496 | Zig:18   | Got a fine platinum ring
177498 | Zig:18   | Identified the ring "Yraefusm" {rF+ MR+} (You found it on level 18 of a ziggurat)
177536 | Zig:19   | Entered Level 19 of a ziggurat
177658 | Zig:19   | Got a twitching lead ring
177660 | Zig:19   | Identified the ring of Tiogh {rCorr rN+ Dex+4} (You found it on level 19 of a ziggurat)
177691 | Zig:20   | Entered Level 20 of a ziggurat
177951 | Zig:20   | Got a pitted tin ring
177953 | Zig:20   | Identified the ring of Maoppopt {rPois Int+3 SInv Stlth+} (You found it on level 20 of a ziggurat)
177964 | Zig:20   | Got a twisted hand crossbow
177965 | Zig:20   | Identified the +8 hand crossbow of the Rattle-Snake {freeze, rN+ Int+6} (You found it on level 20 of a ziggurat)
178038 | Zig:21   | Entered Level 21 of a ziggurat
178219 | Zig:21   | Got a bound marble ring
178221 | Zig:21   | Identified the ring "Cevvaf" {Ice rPois} (You found it on level 21 of a ziggurat)
178256 | Zig:21   | Got a smoking diamond amulet
178257 | Zig:21   | Identified the amulet of Uparren {Reflect Int+2 SH+3} (You found it on level 21 of a ziggurat)
178312 | Zig:22   | Entered Level 22 of a ziggurat
178442 | Zig:22   | Identified the Compendium of the Floating Snowflakes
178481 | Zig:22   | Identified the +1 swamp dragon scales of Idiates {*Contam rPois Str+2 Int+5} (You found it on level 22 of a ziggurat)
178485 | Zig:22   | Identified the +2 helmet of Bitterness {rN+ Slay-5 Stlth+} (You found it on level 22 of a ziggurat)
178539 | Zig:23   | Entered Level 23 of a ziggurat
178730 | Zig:23   | Got a bound amethyst amulet
178731 | Zig:23   | Identified the amulet "Muzen Qed" {Inacc MR+} (You found it on level 23 of a ziggurat)
178740 | Zig:23   | Got a transparent copper ring
178742 | Zig:23   | Identified the ring of Lonlixen {rF+ Int-2 Dex+5 Stlth-} (You found it on level 23 of a ziggurat)
178753 | Zig:23   | Got a steaming iron amulet
178754 | Zig:23   | Identified the amulet of Moodiness {rF+ rC- Regen+ Str+4 SInv} (You found it on level 23 of a ziggurat)
178759 | Zig:23   | Identified the Disquisition on Creative Changing
178809 | Zig:24   | Entered Level 24 of a ziggurat
178823 | Zig:24   | Reached skill level 1 in Polearms
178828 | Zig:24   | Reached skill level 5 in Polearms
178835 | Zig:24   | Reached skill level 10 in Polearms
178863 | Zig:24   | Reached skill level 15 in Polearms
178950 | Zig:24   | Got a bound bronze ring
178952 | Zig:24   | Identified the ring of Res Nullius {*Corrode rPois rC+ rN+ MP+9} (You found it on level 24 of a ziggurat)
178960 | Zig:24   | Identified the +1 cloak of the Armoured One {rN+ MR+ Stlth+} (You found it on level 24 of a ziggurat)
178966 | Zig:24   | Got a faintly glowing lead ring
178968 | Zig:24   | Identified the ring "Acewuan" {+Blink rElec rPois rN+ Int+3} (You found it on level 24 of a ziggurat)
178993 | Zig:24   | Identified the Compendium of Talismans and Enchantment
179036 | Zig:25   | Entered Level 25 of a ziggurat
179041 | Zig:25   | Noticed an ancient lich
179041 | Zig:25   | Noticed an ancient lich
179041 | Zig:25   | Noticed an ancient lich
179042 | Zig:25   | Noticed an ancient lich
179042 | Zig:25   | Noticed an ancient lich
179043 | Zig:25   | Noticed an ancient lich
179043 | Zig:25   | Noticed an ancient lich
179043 | Zig:25   | Noticed an ancient lich
179044 | Zig:25   | Noticed an ancient lich
179045 | Zig:25   | Noticed an ancient lich
179045 | Zig:25   | Noticed an ancient lich
179046 | Zig:25   | Noticed an ancient lich
179046 | Zig:25   | Noticed an ancient lich
179046 | Zig:25   | Noticed an ancient lich
179046 | Zig:25   | Noticed an ancient lich
179046 | Zig:25   | Noticed an ancient lich
179047 | Zig:25   | Noticed an ancient lich
179047 | Zig:25   | Noticed an ancient lich
179051 | Zig:25   | Noticed an ancient lich
179053 | Zig:25   | Killed an ancient lich
179056 | Zig:25   | Killed an ancient lich
179056 | Zig:25   | Killed an ancient lich
179057 | Zig:25   | Noticed an ancient lich
179057 | Zig:25   | Killed an ancient lich
179057 | Zig:25   | Killed an ancient lich
179057 | Zig:25   | Killed an ancient lich
179058 | Zig:25   | Noticed an ancient lich
179058 | Zig:25   | Noticed an ancient lich
179058 | Zig:25   | Killed an ancient lich
179058 | Zig:25   | Killed an ancient lich
179059 | Zig:25   | Noticed an ancient lich
179059 | Zig:25   | Noticed an ancient lich
179059 | Zig:25   | Killed an ancient lich
179059 | Zig:25   | Killed an ancient lich
179059 | Zig:25   | Killed an ancient lich
179059 | Zig:25   | Killed an ancient lich
179060 | Zig:25   | Noticed an ancient lich
179060 | Zig:25   | Noticed an ancient lich
179064 | Zig:25   | Noticed an ancient lich
179065 | Zig:25   | Killed an ancient lich
179065 | Zig:25   | Killed an ancient lich
179065 | Zig:25   | Killed an ancient lich
179065 | Zig:25   | Killed an ancient lich
179065 | Zig:25   | Killed an ancient lich
179065 | Zig:25   | Killed an ancient lich
179066 | Zig:25   | Killed an ancient lich
179066 | Zig:25   | Killed an ancient lich
179067 | Zig:25   | Killed an ancient lich
179068 | Zig:25   | Killed an ancient lich
179068 | Zig:25   | Killed an ancient lich
179069 | Zig:25   | Killed an ancient lich
179070 | Zig:25   | Killed an ancient lich
179071 | Zig:25   | Killed an ancient lich
179131 | Zig:25   | Got a pitted platinum ring
179133 | Zig:25   | Identified the ring "Caboot" {rCorr rElec rPois MR- Dex+4} (You found it on level 25 of a ziggurat)
179142 | Zig:25   | Got an ancient amethyst amulet
179143 | Zig:25   | Identified the amulet "Dedaenn" {Inacc rF++ MR+ Dex+3} (You found it on level 25 of a ziggurat)
179161 | Zig:25   | Got a brightly glowing pewter amulet
179162 | Zig:25   | Identified the amulet "Failera" {Spirit *Drain rPois Int+2} (You found it on level 25 of a ziggurat)
179173 | Zig:25   | Got a pitted marble ring
179175 | Zig:25   | Identified the ring "Ozxov" {MP+9 Dex+3} (You found it on level 25 of a ziggurat)
179292 | Zig:26   | Entered Level 26 of a ziggurat
179299 | Zig:26   | Noticed an ancient lich
179300 | Zig:26   | Noticed an ancient lich
179300 | Zig:26   | Noticed an ancient lich
179301 | Zig:26   | Noticed an ancient lich
179301 | Zig:26   | Noticed an ancient lich
179301 | Zig:26   | Noticed an ancient lich
179301 | Zig:26   | Noticed an ancient lich
179301 | Zig:26   | Noticed an ancient lich
179301 | Zig:26   | Noticed an ancient lich
179302 | Zig:26   | Noticed an ancient lich
179303 | Zig:26   | Noticed an ancient lich
179303 | Zig:26   | Noticed an ancient lich
179303 | Zig:26   | Noticed an ancient lich
179303 | Zig:26   | Noticed an ancient lich
179305 | Zig:26   | Noticed an ancient lich
179305 | Zig:26   | Noticed an ancient lich
179305 | Zig:26   | Noticed an ancient lich
179307 | Zig:26   | Noticed an ancient lich
179308 | Zig:26   | Noticed an ancient lich
179308 | Zig:26   | Noticed an ancient lich
179308 | Zig:26   | Killed an ancient lich
179309 | Zig:26   | Noticed an ancient lich
179309 | Zig:26   | Noticed an ancient lich
179313 | Zig:26   | Noticed an ancient lich
179313 | Zig:26   | Noticed an ancient lich
179315 | Zig:26   | Killed an ancient lich
179315 | Zig:26   | Killed an ancient lich
179315 | Zig:26   | Killed an ancient lich
179316 | Zig:26   | Noticed an ancient lich
179316 | Zig:26   | Noticed an ancient lich
179316 | Zig:26   | Killed an ancient lich
179317 | Zig:26   | Noticed an ancient lich
179317 | Zig:26   | Noticed an ancient lich
179317 | Zig:26   | Noticed an ancient lich
179317 | Zig:26   | Noticed an ancient lich
179317 | Zig:26   | Noticed an ancient lich
179317 | Zig:26   | Killed an ancient lich
179317 | Zig:26   | Killed an ancient lich
179317 | Zig:26   | Killed an ancient lich
179317 | Zig:26   | Killed an ancient lich
179317 | Zig:26   | Reached skill level 27 in Polearms
179318 | Zig:26   | Noticed an ancient lich
179318 | Zig:26   | Noticed an ancient lich
179318 | Zig:26   | Noticed an ancient lich
179318 | Zig:26   | Killed an ancient lich
179318 | Zig:26   | Killed an ancient lich
179318 | Zig:26   | Killed an ancient lich
179318 | Zig:26   | Killed an ancient lich
179318 | Zig:26   | Killed an ancient lich
179318 | Zig:26   | Killed an ancient lich
179319 | Zig:26   | Killed an ancient lich
179319 | Zig:26   | Killed an ancient lich
179320 | Zig:26   | Killed an ancient lich
179322 | Zig:26   | Killed an ancient lich
179326 | Zig:26   | Killed an ancient lich
179327 | Zig:26   | Killed an ancient lich
179328 | Zig:26   | Killed an ancient lich
179329 | Zig:26   | Killed an ancient lich
179330 | Zig:26   | Killed an ancient lich
179331 | Zig:26   | Killed an ancient lich
179332 | Zig:26   | Killed an ancient lich
179332 | Zig:26   | Killed an ancient lich
179332 | Zig:26   | Killed an ancient lich
179332 | Zig:26   | Killed an ancient lich
179332 | Zig:26   | Killed an ancient lich
179332 | Zig:26   | Killed an ancient lich
179333 | Zig:26   | Killed an ancient lich
179334 | Zig:26   | Killed an ancient lich
179335 | Zig:26   | Killed an ancient lich
179367 | Zig:26   | Identified the +2 shadow dragon scales of Togyex {Str+5 Int+4 Stlth++++} (You found it on level 26 of a ziggurat)
179392 | Zig:26   | Reached skill level 27 in Earth Magic
179393 | Zig:26   | Reached skill level 5 in Summonings
179396 | Zig:26   | Reached skill level 10 in Summonings
179404 | Zig:26   | Got a warped copper ring
179406 | Zig:26   | Identified the ring of Wonder {Wiz Dex+6 Slay+3} (You found it on level 26 of a ziggurat)
179411 | Zig:26   | Identified the cursed +0 helmet of Recklessness {Regen+} (You found it on level 26 of a ziggurat)
179413 | Zig:26   | Got a smoking glass ring
179415 | Zig:26   | Identified the ring "Giboas" {+Blink +Fly rElec MR- Stlth+} (You found it on level 26 of a ziggurat)
179545 | Zig:27   | Entered Level 27 of a ziggurat
179546 | Zig:27   | Noticed an ancient lich
179556 | Zig:27   | Killed an ancient lich
179566 | Zig:27   | Noticed an ancient lich
179575 | Zig:27   | Killed an ancient lich
179603 | Zig:27   | Paralysed by accursed screaming for 2 turns
179622 | Zig:27   | Killed a starcursed mass
179809 | Zig:27   | Identified the Grimoire of Cankerous Confrontation
179824 | Zig:27   | Reached skill level 15 in Summonings
180053 | Depths:2 | Identified the +1 cloak of Qeneerech {rElec rF- Int+4 Dex+4} (You acquired it on level 2 of the Depths)
180089 | Depths:1 | Identified a ring of the Octopus King {rN+ AC+1 EV+1 Str+1 Int+1 Dex+1} (You found it on level 10 of a ziggurat)
180713 | Depths:2 | Learned a level 2 spell: Shroud of Golubria
180716 | Depths:2 | Learned a level 2 spell: Song of Slaying
180734 | Zig:1    | Entered Level 1 of a ziggurat
180771 | Zig:2    | Entered Level 2 of a ziggurat
180829 | Zig:3    | Entered Level 3 of a ziggurat
180895 | Zig:4    | Entered Level 4 of a ziggurat
180895 | Zig:4    | Noticed a greater mummy
180895 | Zig:4    | Noticed a greater mummy
180904 | Zig:4    | Killed a greater mummy
180904 | Zig:4    | Killed a greater mummy
180980 | Zig:5    | Entered Level 5 of a ziggurat
181095 | Zig:6    | Entered Level 6 of a ziggurat
181097 | Zig:6    | Noticed an ancient lich
181099 | Zig:6    | Noticed an ancient lich
181099 | Zig:6    | Noticed an ancient lich
181106 | Zig:6    | Killed an ancient lich
181110 | Zig:6    | Killed an ancient lich
181116 | Zig:6    | Killed an ancient lich
181194 | Zig:7    | Entered Level 7 of a ziggurat
181195 | Zig:7    | Noticed an ancient lich
181196 | Zig:7    | Noticed an ancient lich
181196 | Zig:7    | Noticed an ancient lich
181196 | Zig:7    | Noticed an ancient lich
181197 | Zig:7    | Noticed an ancient lich
181198 | Zig:7    | Noticed an ancient lich
181200 | Zig:7    | Noticed an ancient lich
181203 | Zig:7    | Killed an ancient lich
181203 | Zig:7    | Killed an ancient lich
181204 | Zig:7    | Killed an ancient lich
181205 | Zig:7    | Noticed an ancient lich
181205 | Zig:7    | Noticed an ancient lich
181206 | Zig:7    | Killed an ancient lich
181208 | Zig:7    | Killed an ancient lich
181208 | Zig:7    | Killed an ancient lich
181217 | Zig:7    | Killed an ancient lich
181222 | Zig:7    | Killed an ancient lich
181228 | Zig:7    | Killed an ancient lich
181264 | Zig:7    | Identified the Volume of the Turtle
181293 | Zig:8    | Entered Level 8 of a ziggurat
181426 | Zig:9    | Entered Level 9 of a ziggurat
181530 | Zig:9    | Identified the Collected Works on Earthen Stolen Souls
181542 | Zig:10   | Entered Level 10 of a ziggurat
181704 | Zig:10   | Got a bound golden ring
181706 | Zig:10   | Identified the ring of Temptation {Dex+6 Slay-4 Stlth-} (You found it on level 10 of a ziggurat)
181715 | Zig:10   | Identified Fahut's Handbook of Warped Malediction
181764 | Zig:11   | Entered Level 11 of a ziggurat
181907 | Zig:11   | Got a clouded garnet amulet
181908 | Zig:11   | Identified the amulet "Amuxkit" {Harm *Drain rF+ Dex+3} (You found it on level 11 of a ziggurat)
181968 | Zig:12   | Entered Level 12 of a ziggurat
182024 | Zig:12   | Identified the Collected Works on Calling
182037 | Zig:12   | Got a slimy hunting sling
182038 | Zig:12   | Identified the +4 hunting sling of the Shore {velocity, MR- Int+2 Dex+8} (You found it on level 12 of a ziggurat)
182118 | Zig:13   | Entered Level 13 of a ziggurat
182169 | Zig:13   | Reached skill level 27 in Bows
182170 | Zig:13   | Noticed Jiqocs the pandemonium lord
182170 | Zig:13   | Killed Jiqocs the pandemonium lord
182177 | Zig:13   | Reached skill level 15 in Slings
182326 | Zig:14   | Entered Level 14 of a ziggurat
182555 | Zig:14   | Got a slimy lead ring
182557 | Zig:14   | Identified the ring of Knowledge {rElec rPois rF+ AC+3 Int-5} (You found it on level 14 of a ziggurat)
182668 | Zig:15   | Entered Level 15 of a ziggurat
182762 | Zig:15   | Got an iridescent war axe
182765 | Zig:15   | Identified the +3 war axe "Kaonkup" {chop, rPois} (You found it on level 15 of a ziggurat)
182899 | Zig:16   | Entered Level 16 of a ziggurat
182937 | Zig:16   | Reached skill level 27 in Slings
182951 | Zig:16   | Got an ancient pewter ring
182953 | Zig:16   | Identified the ring of Nionof {Str+3 Dex+3 Stlth+} (You found it on level 16 of a ziggurat)
182959 | Zig:16   | Got a crude brass ring
182961 | Zig:16   | Identified the ring "Zog Mur" {Wiz +Blink rF+} (You found it on level 16 of a ziggurat)
182968 | Zig:16   | Got an ancient war axe
182969 | Zig:16   | Identified the +1 war axe "Koezets" {flame, Str+2} (You found it on level 16 of a ziggurat)
182974 | Zig:16   | Got a twitching sapphire amulet
182975 | Zig:16   | Identified the amulet of Life {RegenMP Dex+4} (You found it on level 16 of a ziggurat)
183093 | Zig:17   | Entered Level 17 of a ziggurat
183169 | Zig:17   | Identified the Guide on Attacks
183241 | Zig:18   | Entered Level 18 of a ziggurat
183254 | Zig:18   | Noticed an ancient lich
183255 | Zig:18   | Noticed an ancient lich
183258 | Zig:18   | Noticed an ancient lich
183260 | Zig:18   | Noticed an ancient lich
183260 | Zig:18   | Noticed an ancient lich
183261 | Zig:18   | Noticed an ancient lich
183261 | Zig:18   | Noticed an ancient lich
183261 | Zig:18   | Noticed an ancient lich
183261 | Zig:18   | Noticed an ancient lich
183263 | Zig:18   | Killed an ancient lich
183266 | Zig:18   | Noticed an ancient lich
183267 | Zig:18   | Noticed an ancient lich
183270 | Zig:18   | Killed an ancient lich
183274 | Zig:18   | Killed an ancient lich
183274 | Zig:18   | Killed an ancient lich
183275 | Zig:18   | Noticed an ancient lich
183275 | Zig:18   | Killed an ancient lich
183276 | Zig:18   | Killed an ancient lich
183276 | Zig:18   | Killed an ancient lich
183277 | Zig:18   | Killed an ancient lich
183277 | Zig:18   | Killed an ancient lich
183277 | Zig:18   | Killed an ancient lich
183277 | Zig:18   | Killed an ancient lich
183292 | Zig:18   | Killed an ancient lich
183307 | Zig:18   | Identified the +1 large shield of Afriwoq {*Drain rF+ rCorr SInv} (You found it on level 18 of a ziggurat)
183313 | Zig:18   | Got a pitted amethyst amulet
183314 | Zig:18   | Identified the amulet of Gaoxal {RegenMP Int+4 Dex+4} (You found it on level 18 of a ziggurat)
183317 | Zig:18   | Got a scintillating marble ring
183319 | Zig:18   | Identified the ring of Vaughuzu {Ice rN+ Stlth+} (You found it on level 18 of a ziggurat)
183328 | Zig:18   | Got a faintly glowing hunting sling
183329 | Zig:18   | Identified the +11 hunting sling of Ruhum {venom, Str+5} (You found it on level 18 of a ziggurat)
183422 | Zig:19   | Entered Level 19 of a ziggurat
183492 | Zig:19   | Got a crude turquoise ring
183494 | Zig:19   | Identified the ring of Res Nullius {Int+6 Stlth+} (You found it on level 19 of a ziggurat)
183517 | Zig:19   | Got an iridescent hand crossbow
183518 | Zig:19   | Identified the +8 hand crossbow "Sonuid" {venom, Str+3} (You found it on level 19 of a ziggurat)
183520 | Zig:19   | Identified Sif Muna's Reference Book on Earthen Moulding
183532 | Zig:19   | Got a flickering ivory ring
183534 | Zig:19   | Identified the ring "Nueseu" {rPois rN+ MR- Dex+7 Stlth-} (You found it on level 19 of a ziggurat)
183690 | Zig:20   | Entered Level 20 of a ziggurat
183734 | Zig:20   | Noticed an ancient lich
183741 | Zig:20   | Killed an ancient lich
183873 | Zig:20   | Identified the +5 demon trident of Integrity {freeze, rC+} (You found it on level 20 of a ziggurat)
183877 | Zig:20   | Got a crude hunting sling
183878 | Zig:20   | Identified the +10 hunting sling "Ruak" {velocity, Str+4} (You found it on level 20 of a ziggurat)
183882 | Zig:20   | Identified the +1 robe of Voeqota {rC+++ Slay+4} (You found it on level 20 of a ziggurat)
183896 | Zig:20   | Got a warped platinum ring
183898 | Zig:20   | Identified the ring "Xiachatz" {rC+ rN++ SInv} (You found it on level 20 of a ziggurat)
183985 | Zig:20   | Identified the -4 large shield "Umoug" {rElec rF+ MR- Str+3} (You took it off a daeva on level 20 of a ziggurat)
184021 | Zig:21   | Entered Level 21 of a ziggurat
184033 | Zig:21   | Noticed a juggernaut
184034 | Zig:21   | Noticed a juggernaut
184034 | Zig:21   | Noticed a juggernaut
184035 | Zig:21   | Noticed a juggernaut
184037 | Zig:21   | Noticed a juggernaut
184037 | Zig:21   | Noticed a juggernaut
184037 | Zig:21   | Noticed a juggernaut
184038 | Zig:21   | Noticed a juggernaut
184038 | Zig:21   | Noticed a juggernaut
184040 | Zig:21   | Noticed a juggernaut
184040 | Zig:21   | Noticed a juggernaut
184040 | Zig:21   | Noticed a juggernaut
184042 | Zig:21   | Killed a juggernaut
184042 | Zig:21   | Killed a juggernaut
184042 | Zig:21   | Killed a juggernaut
184042 | Zig:21   | Killed a juggernaut
184043 | Zig:21   | Noticed a juggernaut
184043 | Zig:21   | Noticed a juggernaut
184043 | Zig:21   | Noticed a juggernaut
184043 | Zig:21   | Killed a juggernaut
184043 | Zig:21   | Killed a juggernaut
184043 | Zig:21   | Killed a juggernaut
184043 | Zig:21   | Killed a juggernaut
184043 | Zig:21   | Killed a juggernaut
184045 | Zig:21   | Noticed a juggernaut
184045 | Zig:21   | Noticed a juggernaut
184045 | Zig:21   | Killed a juggernaut
184046 | Zig:21   | Killed a juggernaut
184046 | Zig:21   | Killed a juggernaut
184048 | Zig:21   | Noticed a juggernaut
184049 | Zig:21   | Noticed a juggernaut
184055 | Zig:21   | Noticed a juggernaut
184055 | Zig:21   | Killed a juggernaut
184055 | Zig:21   | Killed a juggernaut
184055 | Zig:21   | Killed a juggernaut
184055 | Zig:21   | Killed a juggernaut
184056 | Zig:21   | Killed a juggernaut
184058 | Zig:21   | Killed a juggernaut
184061 | Zig:21   | Noticed a juggernaut
184061 | Zig:21   | Killed a juggernaut
184067 | Zig:21   | Killed a juggernaut
184070 | Zig:21   | Killed a juggernaut
184113 | Zig:21   | Got a faintly glowing bone ring
184115 | Zig:21   | Identified the ring "Pedghy" {rPois rN++ MR- Str+2 Stlth+} (You found it on level 21 of a ziggurat)
184124 | Zig:21   | Got a smoking golden amulet
184126 | Zig:21   | Identified the amulet of Panentheism {Inacc Fragile MR++ Str+3 SInv} (You found it on level 21 of a ziggurat)
184135 | Zig:21   | Identified the Tome of Torrid Transmigration
184291 | Zig:22   | Entered Level 22 of a ziggurat
184301 | Zig:22   | Noticed a juggernaut
184301 | Zig:22   | Noticed a juggernaut
184302 | Zig:22   | Noticed a juggernaut
184304 | Zig:22   | Noticed a juggernaut
184304 | Zig:22   | Noticed a juggernaut
184308 | Zig:22   | Noticed a juggernaut
184309 | Zig:22   | Noticed a juggernaut
184312 | Zig:22   | Noticed a juggernaut
184313 | Zig:22   | Noticed a juggernaut
184313 | Zig:22   | Noticed a juggernaut
184316 | Zig:22   | Killed a juggernaut
184316 | Zig:22   | Killed a juggernaut
184316 | Zig:22   | Killed a juggernaut
184317 | Zig:22   | Noticed a juggernaut
184317 | Zig:22   | Noticed a juggernaut
184317 | Zig:22   | Killed a juggernaut
184317 | Zig:22   | Killed a juggernaut
184318 | Zig:22   | Noticed a juggernaut
184318 | Zig:22   | Killed a juggernaut
184318 | Zig:22   | Killed a juggernaut
184318 | Zig:22   | Killed a juggernaut
184319 | Zig:22   | Killed a juggernaut
184319 | Zig:22   | Killed a juggernaut
184320 | Zig:22   | Noticed a juggernaut
184320 | Zig:22   | Noticed a juggernaut
184320 | Zig:22   | Killed a juggernaut
184321 | Zig:22   | Killed a juggernaut
184322 | Zig:22   | Noticed a juggernaut
184322 | Zig:22   | Noticed a juggernaut
184323 | Zig:22   | Noticed a juggernaut
184324 | Zig:22   | Killed a juggernaut
184326 | Zig:22   | Noticed a juggernaut
184329 | Zig:22   | Killed a juggernaut
184329 | Zig:22   | Killed a juggernaut
184330 | Zig:22   | Noticed a juggernaut
184330 | Zig:22   | Killed a juggernaut
184330 | Zig:22   | Killed a juggernaut
184330 | Zig:22   | Killed a juggernaut
184331 | Zig:22   | Killed a juggernaut
184333 | Zig:22   | Noticed a juggernaut
184334 | Zig:22   | Killed a juggernaut
184343 | Zig:22   | Killed a juggernaut
184369 | Zig:22   | Identified Advanced Steps in Theurgy
184372 | Zig:22   | Got a glittering jade ring
184374 | Zig:22   | Identified the ring of the Exiled Hells {+Fly rPois rC+ Int+2} (You found it on level 22 of a ziggurat)
184500 | Zig:22   | Got an ichor-stained hand crossbow
184501 | Zig:22   | Identified the +9 hand crossbow of Context {velocity, +Inv rPois rF- SInv} (You found it on level 22 of a ziggurat)
184548 | Zig:23   | Entered Level 23 of a ziggurat
184727 | Zig:23   | Got a crude granite ring
184729 | Zig:23   | Identified the ring of Attitude {rC+ MR+ Str+4 Dex+3 SInv} (You found it on level 23 of a ziggurat)
184740 | Zig:23   | Got a smoking demon blade
184741 | Zig:23   | Identified the +6 demon blade of Fagem {drain, rPois rF++} (You found it on level 23 of a ziggurat)
184744 | Zig:23   | Identified the Almanac of Earthen Beguiling
184752 | Zig:23   | Identified the Reference Book on Beguiling
184754 | Zig:23   | Identified the cursed +0 pair of gloves "Iryshr Soma" {MR- Regen+ Str+6 Stlth+} (You found it on level 23 of a ziggurat)
184775 | Zig:23   | Got a twitching jade ring
184777 | Zig:23   | Identified the ring "Adyqeybe" {rF+ Dex+7} (You found it on level 23 of a ziggurat)
184842 | Zig:24   | Entered Level 24 of a ziggurat
184938 | Zig:24   | Got a shimmering graven amulet
184939 | Zig:24   | Identified the amulet "Fiyre" {Faith +Inv rF- MR+++ Int-4} (You found it on level 24 of a ziggurat)
184942 | Zig:24   | Got a glittering marble ring
184944 | Zig:24   | Identified the ring of Laob {Ice *Contam *Corrode Slay+4 Stlth+} (You found it on level 24 of a ziggurat)
184951 | Zig:24   | Identified the +11 gold dragon scales "Taaryriq" {rPois rF+ rC+ rCorr Int+2} (You found it on level 24 of a ziggurat)
185161 | Zig:25   | Entered Level 25 of a ziggurat
185174 | Zig:25   | Noticed an ancient lich
185179 | Zig:25   | Noticed an ancient lich
185187 | Zig:25   | Noticed an ancient lich
185187 | Zig:25   | Killed an ancient lich
185194 | Zig:25   | Noticed an ancient lich
185194 | Zig:25   | Noticed an ancient lich
185194 | Zig:25   | Killed an ancient lich
185197 | Zig:25   | Killed an ancient lich
185201 | Zig:25   | Killed an ancient lich
185202 | Zig:25   | Noticed an ancient lich
185209 | Zig:25   | Killed an ancient lich
185212 | Zig:25   | Killed an ancient lich
185283 | Zig:25   | Got a fine bone ring
185285 | Zig:25   | Identified the ring "Dyjuki Dirargh" {+Fly Stlth+} (You found it on level 25 of a ziggurat)
185309 | Zig:25   | Identified the Guide on the Mutagenic Mountains
185328 | Zig:25   | Identified the +2 helmet of the Bulwark {rN+ Int+4} (You found it on level 25 of a ziggurat)
185568 | Zig:26   | Entered Level 26 of a ziggurat
185655 | Zig:26   | Got an ancient lead ring
185657 | Zig:26   | Identified the cursed ring "Pinein" {rF- rC+ rN+ Int-2 SInv} (You found it on level 26 of a ziggurat)
185666 | Zig:26   | Got a clouded garnet amulet
185667 | Zig:26   | Identified the amulet "Qobus" {Faith +Fly} (You found it on level 26 of a ziggurat)
185670 | Zig:26   | Got a transparent amber ring
185672 | Zig:26   | Identified the ring of Xom's Passing Interest {Ice rElec Str+5 Dex-3 Slay+3} (You found it on level 26 of a ziggurat)
185811 | Zig:27   | Entered Level 27 of a ziggurat
185883 | Zig:27   | Got a glittering brass amulet
185884 | Zig:27   | Identified the amulet "Edipe" {RegenMP rPois} (You found it on level 27 of a ziggurat)
185893 | Zig:27   | Got a smoking graven amulet
185894 | Zig:27   | Identified the amulet of a Hundred Eyes {Reflect rC+ rN+ MP+9 Int-5 SH+4} (You found it on level 27 of a ziggurat)
185939 | Zig:27   | Got a shimmering tin ring
185941 | Zig:27   | Identified the ring of Symmetry {rC- rN+ MR+ Str+6} (You found it on level 27 of a ziggurat)
185957 | Zig:27   | Got a faintly glowing marble ring
185959 | Zig:27   | Identified the ring of Winter {+Fly rElec rC+} (You found it on level 27 of a ziggurat)
185964 | Zig:27   | Identified the Almanac of Lethal Damage Dealing
186342 | Depths:2 | Identified the +0 pair of boots "Opyqex" {rElec Str+4 Dex+4} (You acquired it on level 2 of the Depths)
186343 | Depths:2 | Identified the +0 crystal plate armour of the Secret Wonders {*Contam Int+3} (You acquired it on level 2 of the Depths)
186344 | Depths:2 | Identified the +2 hat of Morality {rC+ Dex+4} (You acquired it on level 2 of the Depths)
186345 | Depths:2 | Identified the +1 pair of gloves "Masied Les" {Regen+} (You acquired it on level 2 of the Depths)
187209 | Depths:1 | Identified the +0 robe "Byurhy" {Str+2 Stlth+} (You found it on level 3 of the Tomb of the Ancients)
187210 | Depths:1 | Identified the +0 robe of Sunlight {-Tele Str+2 Dex+2 Slay+5} (You found it in Pandemonium)
187648 | Zig:1    | Entered Level 1 of a ziggurat
187702 | Zig:2    | Entered Level 2 of a ziggurat
187714 | Zig:2    | Got a heavily runed ivory ring
187725 | Zig:2    | Identified the ring of Jukho {*Contam +Fly rF+ Str+2} (You found it on level 2 of a ziggurat)
187953 | Zig:3    | Entered Level 3 of a ziggurat
187953 | Zig:3    | Noticed an ancient lich
187953 | Zig:3    | Noticed an ancient lich
187955 | Zig:3    | Noticed an ancient lich
187956 | Zig:3    | Killed an ancient lich
187960 | Zig:3    | Killed an ancient lich
187968 | Zig:3    | Killed an ancient lich
187979 | Zig:3    | Identified the cursed +1 robe of Elohicra {Str+2 Dex+2} (You found it on level 3 of a ziggurat)
188011 | Zig:4    | Entered Level 4 of a ziggurat
188011 | Zig:4    | Noticed an ancient lich
188025 | Zig:4    | Killed an ancient lich
188074 | Zig:5    | Entered Level 5 of a ziggurat
188145 | Zig:5    | Identified the Papyrus of Boosting Sinister Secrets
188178 | Zig:6    | Entered Level 6 of a ziggurat
188178 | Zig:6    | Noticed a greater mummy
188178 | Zig:6    | Noticed a greater mummy
188178 | Zig:6    | Noticed a greater mummy
188187 | Zig:6    | Killed a greater mummy
188189 | Zig:6    | Killed a greater mummy
188192 | Zig:6    | Killed a greater mummy
188195 | Zig:6    | Noticed a greater mummy
188196 | Zig:6    | Killed a greater mummy
188196 | Zig:6    | Killed a greater mummy
188212 | Zig:6    | Noticed a greater mummy
188215 | Zig:6    | Killed a greater mummy
188224 | Zig:6    | Noticed a greater mummy
188225 | Zig:6    | Killed a greater mummy
188257 | Zig:6    | Identified the Almanac of Frigorific Translocation
188277 | Zig:7    | Entered Level 7 of a ziggurat
188277 | Zig:7    | Noticed a greater mummy
188277 | Zig:7    | Noticed a greater mummy
188277 | Zig:7    | Noticed a greater mummy
188277 | Zig:7    | Noticed a greater mummy
188279 | Zig:7    | Noticed a greater mummy
188280 | Zig:7    | Noticed a greater mummy
188283 | Zig:7    | Killed a greater mummy
188286 | Zig:7    | Killed a greater mummy
188286 | Zig:7    | Killed a greater mummy
188286 | Zig:7    | Killed a greater mummy
188287 | Zig:7    | Noticed a greater mummy
188289 | Zig:7    | Killed a greater mummy
188289 | Zig:7    | Killed a greater mummy
188289 | Zig:7    | Killed a greater mummy
188291 | Zig:7    | Noticed a greater mummy
188294 | Zig:7    | Noticed a greater mummy
188295 | Zig:7    | Noticed a greater mummy
188296 | Zig:7    | Killed a greater mummy
188298 | Zig:7    | Killed a greater mummy
188300 | Zig:7    | Killed a greater mummy
188332 | Zig:7    | Got an ancient zirconium amulet
188363 | Zig:7    | Identified the amulet of Cowardice {Inacc rN+} (You found it on level 7 of a ziggurat)
188369 | Zig:7    | Identified the +1 robe "Plog" {rPois Dex+2} (You found it on level 7 of a ziggurat)
188375 | Zig:8    | Entered Level 8 of a ziggurat
188378 | Zig:8    | Noticed an ancient lich
188378 | Zig:8    | Noticed an ancient lich
188379 | Zig:8    | Noticed an ancient lich
188379 | Zig:8    | Noticed an ancient lich
188382 | Zig:8    | Noticed an ancient lich
188386 | Zig:8    | Killed an ancient lich
188393 | Zig:8    | Killed an ancient lich
188395 | Zig:8    | Killed an ancient lich
188397 | Zig:8    | Killed an ancient lich
188399 | Zig:8    | Killed an ancient lich
188473 | Zig:9    | Entered Level 9 of a ziggurat
188603 | Zig:10   | Entered Level 10 of a ziggurat
188603 | Zig:10   | Noticed a juggernaut
188603 | Zig:10   | Noticed a juggernaut
188603 | Zig:10   | Noticed a juggernaut
188603 | Zig:10   | Noticed a juggernaut
188605 | Zig:10   | Noticed a juggernaut
188605 | Zig:10   | Noticed a juggernaut
188607 | Zig:10   | Noticed a juggernaut
188608 | Zig:10   | Noticed a juggernaut
188609 | Zig:10   | Noticed a juggernaut
188615 | Zig:10   | Noticed a juggernaut
188616 | Zig:10   | Noticed a juggernaut
188616 | Zig:10   | Killed a juggernaut
188617 | Zig:10   | Killed a juggernaut
188617 | Zig:10   | Killed a juggernaut
188617 | Zig:10   | Killed a juggernaut
188617 | Zig:10   | Killed a juggernaut
188618 | Zig:10   | Killed a juggernaut
188618 | Zig:10   | Killed a juggernaut
188618 | Zig:10   | Killed a juggernaut
188619 | Zig:10   | Noticed a juggernaut
188619 | Zig:10   | Killed a juggernaut
188620 | Zig:10   | Killed a juggernaut
188621 | Zig:10   | Killed a juggernaut
188628 | Zig:10   | Killed a juggernaut
188714 | Zig:10   | Got a sparkling ivory amulet
188756 | Zig:11   | Entered Level 11 of a ziggurat
188810 | Zig:11   | Got a heavily runed diamond amulet
188889 | Zig:12   | Entered Level 12 of a ziggurat
188927 | Zig:12   | Noticed Usybymua the pandemonium lord
188963 | Zig:12   | Killed Usybymua the pandemonium lord
189032 | Zig:12   | Got a crude glass ring
189038 | Zig:12   | Got a twitching platinum ring
189105 | Zig:13   | Entered Level 13 of a ziggurat
189192 | Zig:13   | Got a twitching amethyst amulet
189294 | Zig:14   | Entered Level 14 of a ziggurat
189321 | Zig:14   | Paralysed by accursed screaming for 2 turns
189325 | Zig:14   | Paralysed by accursed screaming for 2 turns
189422 | Zig:14   | Got a wavering golden amulet
189423 | Zig:14   | Identified the amulet "Secuinonk" {RegenMP Int+3} (You found it on level 10 of a ziggurat)
189425 | Zig:14   | Identified the amulet "Telicalenk" {Inacc +Inv rF+} (You found it on level 11 of a ziggurat)
189427 | Zig:14   | Identified the amulet of the Invisible Hand {Faith rElec rC- rN+ MR+ Int+6} (You found it on level 13 of a ziggurat)
189428 | Zig:14   | Identified the amulet of Fogil {Faith rF+ SInv} (You found it on level 14 of a ziggurat)
189433 | Zig:14   | Got an ancient ruby amulet
189434 | Zig:14   | Identified the amulet "Ukamoz" {Reflect MR+ SH+6} (You found it on level 14 of a ziggurat)
189530 | Zig:15   | Entered Level 15 of a ziggurat
189601 | Zig:15   | Identified the Catalogue of Displaced Poisoning
189609 | Zig:15   | Got a crude golden amulet
189610 | Zig:15   | Identified the amulet of Potoodal {Harm *Drain rN++ Int+4} (You found it on level 15 of a ziggurat)
189616 | Zig:15   | Identified the cursed ring "Neeplosmu" {Dex-3 Slay+4} (You found it on level 12 of a ziggurat)
189618 | Zig:15   | Identified the ring "Qecour" {*Slow +Fly rF++ Str+2 Dex+2} (You found it on level 12 of a ziggurat)
189632 | Zig:15   | Identified the Reference Book on Attacks
189648 | Zig:15   | Got a coiled bronze amulet
189649 | Zig:15   | Identified the amulet of Summertime {Inacc rC+ Dex+4} (You found it on level 15 of a ziggurat)
189767 | Zig:16   | Entered Level 16 of a ziggurat
189875 | Zig:16   | Paralysed by accursed screaming for 1 turns
190128 | Zig:16   | Identified the Almanac of Ghastly Toxins
190267 | Zig:17   | Entered Level 17 of a ziggurat
190276 | Zig:17   | Noticed Jinifot the pandemonium lord
190276 | Zig:17   | Noticed Zietu the pandemonium lord
190276 | Zig:17   | Noticed Atiotz the pandemonium lord
190276 | Zig:17   | Noticed Huhacora the pandemonium lord
190276 | Zig:17   | Noticed Rouk Ylu the pandemonium lord
190276 | Zig:17   | Noticed Ocunec the pandemonium lord
190277 | Zig:17   | Noticed Byfina the pandemonium lord
190277 | Zig:17   | Noticed Dayse the pandemonium lord
190277 | Zig:17   | Noticed Acvace the pandemonium lord
190280 | Zig:17   | Noticed Siusk the pandemonium lord
190282 | Zig:17   | Noticed Sedighul the pandemonium lord
190288 | Zig:17   | Noticed Melua the pandemonium lord
190291 | Zig:17   | Noticed Nogg the pandemonium lord
190291 | Zig:17   | Noticed Weliucaq the pandemonium lord
190291 | Zig:17   | Noticed Xadeoz the pandemonium lord
190292 | Zig:17   | Killed Nogg the pandemonium lord
190292 | Zig:17   | Killed Xadeoz the pandemonium lord
190292 | Zig:17   | Killed Atiotz the pandemonium lord
190292 | Zig:17   | Killed Siusk the pandemonium lord
190292 | Zig:17   | Killed Huhacora the pandemonium lord
190292 | Zig:17   | Killed Rouk Ylu the pandemonium lord
190293 | Zig:17   | Noticed Guemarch the pandemonium lord
190294 | Zig:17   | Noticed Hoedwiz the pandemonium lord
190295 | Zig:17   | Killed Ocunec the pandemonium lord
190295 | Zig:17   | Killed Zietu the pandemonium lord
190296 | Zig:17   | Noticed Oxuitoa the pandemonium lord
190296 | Zig:17   | Noticed Ewoyzum the pandemonium lord
190297 | Zig:17   | Killed Guemarch the pandemonium lord
190298 | Zig:17   | Noticed Ynlur the pandemonium lord
190298 | Zig:17   | Noticed Kevaethra the pandemonium lord
190300 | Zig:17   | Noticed Itassice the pandemonium lord
190300 | Zig:17   | Noticed Edghudgh the pandemonium lord
190301 | Zig:17   | Noticed Waics the pandemonium lord
190302 | Zig:17   | Noticed Vin Zung the pandemonium lord
190304 | Zig:17   | Noticed Eskam the pandemonium lord
190304 | Zig:17   | Killed Ewoyzum the pandemonium lord
190304 | Zig:17   | Killed Dayse the pandemonium lord
190304 | Zig:17   | Killed Roiczazi the pandemonium lord
190304 | Zig:17   | Killed Edghudgh the pandemonium lord
190304 | Zig:17   | Killed Weliucaq the pandemonium lord
190305 | Zig:17   | Noticed Loabox the pandemonium lord
190307 | Zig:17   | Killed Ynlur the pandemonium lord
190307 | Zig:17   | Killed Sedighul the pandemonium lord
190308 | Zig:17   | Noticed Coseoh the pandemonium lord
190308 | Zig:17   | Killed Waics the pandemonium lord
190309 | Zig:17   | Noticed Ycvibair the pandemonium lord
190309 | Zig:17   | Killed Melua the pandemonium lord
190309 | Zig:17   | Killed Byfina the pandemonium lord
190309 | Zig:17   | Killed Hoedwiz the pandemonium lord
190310 | Zig:17   | Noticed Faoss the pandemonium lord
190310 | Zig:17   | Noticed Wycas the pandemonium lord
190310 | Zig:17   | Noticed Jeyntopn the pandemonium lord
190311 | Zig:17   | Noticed Vozups the pandemonium lord
190311 | Zig:17   | Noticed Suohil the pandemonium lord
190312 | Zig:17   | Noticed Inkemo the pandemonium lord
190313 | Zig:17   | Noticed Xios the pandemonium lord
190317 | Zig:17   | Killed Loabox the pandemonium lord
190317 | Zig:17   | Killed Itassice the pandemonium lord
190318 | Zig:17   | Killed Oxuitoa the pandemonium lord
190321 | Zig:17   | Noticed Disseics the pandemonium lord
190321 | Zig:17   | Noticed Nuariuh the pandemonium lord
190321 | Zig:17   | Killed Vin Zung the pandemonium lord
190322 | Zig:17   | Killed Jinifot the pandemonium lord
190322 | Zig:17   | Killed Kevaethra the pandemonium lord
190322 | Zig:17   | Killed Suohil the pandemonium lord
190323 | Zig:17   | Killed Xios the pandemonium lord
190323 | Zig:17   | Killed Inkemo the pandemonium lord
190323 | Zig:17   | Killed Acvace the pandemonium lord
190323 | Zig:17   | Killed Jeyntopn the pandemonium lord
190323 | Zig:17   | Killed Eskam the pandemonium lord
190323 | Zig:17   | Killed Ycvibair the pandemonium lord
190324 | Zig:17   | Killed Vozups the pandemonium lord
190326 | Zig:17   | Noticed Budghur the pandemonium lord
190326 | Zig:17   | Noticed Murittig the pandemonium lord
190326 | Zig:17   | Noticed Tihanaih the pandemonium lord
190326 | Zig:17   | Noticed Afiuc the pandemonium lord
190326 | Zig:17   | Killed Disseics the pandemonium lord
190329 | Zig:17   | Noticed Satuomus the pandemonium lord
190332 | Zig:17   | Noticed Tocwoher the pandemonium lord
190332 | Zig:17   | Noticed Kojotzot the pandemonium lord
190332 | Zig:17   | Killed Kojotzot the pandemonium lord
190332 | Zig:17   | Killed Duner the pandemonium lord
190334 | Zig:17   | Killed Coseoh the pandemonium lord
190335 | Zig:17   | Killed Wycas the pandemonium lord
190335 | Zig:17   | Killed Faoss the pandemonium lord
190336 | Zig:17   | Killed Afiuc the pandemonium lord
190336 | Zig:17   | Killed Tihanaih the pandemonium lord
190337 | Zig:17   | Killed Nuariuh the pandemonium lord
190338 | Zig:17   | Killed Murittig the pandemonium lord
190338 | Zig:17   | Killed Tocwoher the pandemonium lord
190346 | Zig:17   | Killed Satuomus the pandemonium lord
190350 | Zig:17   | Noticed Fuofror the pandemonium lord
190353 | Zig:17   | Killed Budghur the pandemonium lord
190358 | Zig:17   | Killed Fuofror the pandemonium lord
190384 | Zig:17   | Identified the Incunabulum of Ashen Evil Rites
190407 | Zig:17   | Got a twitching glass ring
190409 | Zig:17   | Identified the ring of Xom's Indignation {rC+ rN+ Str+3 Int+2} (You found it on level 17 of a ziggurat)
190515 | Zig:17   | Identified the +5 steam dragon scales of Xoaniz {Int+2} (You found it on level 17 of a ziggurat)
190557 | Zig:18   | Entered Level 18 of a ziggurat
190639 | Zig:18   | Noticed Luefuo the pandemonium lord
190642 | Zig:18   | Killed Luefuo the pandemonium lord
190680 | Zig:18   | Got an ancient steel ring
190682 | Zig:18   | Identified the ring "Huqucloi" {rPois rC++ rN+ Int+4 Dex-4} (You found it on level 18 of a ziggurat)
190687 | Zig:18   | Got a fine golden ring
190689 | Zig:18   | Identified the ring "Ukhlauchapha" {Ice Str-2 Int+6} (You found it on level 18 of a ziggurat)
190702 | Zig:18   | Identified the cursed -5 robe of Misfortune {-Cast *Contam *Tele *Drain EV-5 Stlth-- *Curse} (You found it on level 18 of a ziggurat)
190850 | Zig:19   | Entered Level 19 of a ziggurat
190862 | Zig:19   | Noticed a greater mummy
190863 | Zig:19   | Noticed a greater mummy
190863 | Zig:19   | Killed a greater mummy
190864 | Zig:19   | Killed a greater mummy
190865 | Zig:19   | Noticed a greater mummy
190866 | Zig:19   | Noticed a greater mummy
190866 | Zig:19   | Killed a greater mummy
190868 | Zig:19   | Noticed a greater mummy
190869 | Zig:19   | Noticed a greater mummy
190869 | Zig:19   | Noticed a greater mummy
190869 | Zig:19   | Killed a greater mummy
190870 | Zig:19   | Noticed a greater mummy
190872 | Zig:19   | Noticed a greater mummy
190872 | Zig:19   | Killed a greater mummy
190872 | Zig:19   | Killed a greater mummy
190872 | Zig:19   | Killed a greater mummy
190873 | Zig:19   | Killed a greater mummy
190874 | Zig:19   | Noticed a greater mummy
190875 | Zig:19   | Noticed a greater mummy
190875 | Zig:19   | Killed a greater mummy
190875 | Zig:19   | Killed a greater mummy
190876 | Zig:19   | Noticed a greater mummy
190877 | Zig:19   | Noticed a greater mummy
190878 | Zig:19   | Killed a greater mummy
190880 | Zig:19   | Killed a greater mummy
190882 | Zig:19   | Noticed a greater mummy
190883 | Zig:19   | Noticed a greater mummy
190883 | Zig:19   | Killed a greater mummy
190884 | Zig:19   | Noticed a greater mummy
190884 | Zig:19   | Noticed a greater mummy
190884 | Zig:19   | Killed a greater mummy
190884 | Zig:19   | Killed a greater mummy
190885 | Zig:19   | Noticed a greater mummy
190885 | Zig:19   | Killed a greater mummy
190886 | Zig:19   | Noticed a greater mummy
190886 | Zig:19   | Noticed a greater mummy
190887 | Zig:19   | Killed a greater mummy
190888 | Zig:19   | Killed a greater mummy
190888 | Zig:19   | Killed a greater mummy
190889 | Zig:19   | Killed a greater mummy
190890 | Zig:19   | Noticed a greater mummy
190891 | Zig:19   | Noticed a greater mummy
190892 | Zig:19   | Noticed a greater mummy
190892 | Zig:19   | Noticed a greater mummy
190892 | Zig:19   | Killed a greater mummy
190892 | Zig:19   | Killed a greater mummy
190893 | Zig:19   | Noticed a greater mummy
190894 | Zig:19   | Killed a greater mummy
190894 | Zig:19   | Killed a greater mummy
190896 | Zig:19   | Noticed a greater mummy
190897 | Zig:19   | Killed a greater mummy
190897 | Zig:19   | Killed a greater mummy
190900 | Zig:19   | Killed a greater mummy
190901 | Zig:19   | Noticed a greater mummy
190905 | Zig:19   | Noticed a greater mummy
190905 | Zig:19   | Noticed a greater mummy
190905 | Zig:19   | Killed a greater mummy
190905 | Zig:19   | Killed a greater mummy
190906 | Zig:19   | Killed a greater mummy
190908 | Zig:19   | Noticed a greater mummy
190909 | Zig:19   | Noticed a greater mummy
190910 | Zig:19   | Killed a greater mummy
190910 | Zig:19   | Killed a greater mummy
190910 | Zig:19   | Killed a greater mummy
190919 | Zig:19   | Noticed a greater mummy
190923 | Zig:19   | Noticed a greater mummy
190924 | Zig:19   | Killed a greater mummy
190927 | Zig:19   | Noticed a greater mummy
190928 | Zig:19   | Noticed a greater mummy
190930 | Zig:19   | Noticed a greater mummy
190931 | Zig:19   | Killed a greater mummy
190932 | Zig:19   | Killed a greater mummy
190933 | Zig:19   | Noticed a greater mummy
190933 | Zig:19   | Noticed a greater mummy
190933 | Zig:19   | Killed a greater mummy
190933 | Zig:19   | Killed a greater mummy
190936 | Zig:19   | Noticed a greater mummy
190936 | Zig:19   | Killed a greater mummy
190937 | Zig:19   | Noticed a greater mummy
190938 | Zig:19   | Killed a greater mummy
190938 | Zig:19   | Killed a greater mummy
190940 | Zig:19   | Killed a greater mummy
190944 | Zig:19   | Noticed a greater mummy
190948 | Zig:19   | Killed a greater mummy
191090 | Zig:20   | Entered Level 20 of a ziggurat
191222 | Zig:20   | Got an ancient lead ring
191224 | Zig:20   | Identified the ring "Ewkafahu" {rF+ MR+ Dex+3} (You found it on level 20 of a ziggurat)
191330 | Zig:21   | Entered Level 21 of a ziggurat
191337 | Zig:21   | Noticed an ancient lich
191337 | Zig:21   | Noticed an ancient lich
191339 | Zig:21   | Noticed an ancient lich
191339 | Zig:21   | Noticed an ancient lich
191341 | Zig:21   | Noticed an ancient lich
191342 | Zig:21   | Noticed an ancient lich
191344 | Zig:21   | Killed an ancient lich
191345 | Zig:21   | Noticed an ancient lich
191345 | Zig:21   | Noticed an ancient lich
191345 | Zig:21   | Killed an ancient lich
191346 | Zig:21   | Noticed an ancient lich
191346 | Zig:21   | Noticed an ancient lich
191346 | Zig:21   | Killed an ancient lich
191347 | Zig:21   | Noticed an ancient lich
191347 | Zig:21   | Killed an ancient lich
191347 | Zig:21   | Killed an ancient lich
191347 | Zig:21   | Killed an ancient lich
191348 | Zig:21   | Noticed an ancient lich
191348 | Zig:21   | Noticed an ancient lich
191348 | Zig:21   | Noticed an ancient lich
191351 | Zig:21   | Noticed an ancient lich
191351 | Zig:21   | Noticed an ancient lich
191352 | Zig:21   | Noticed an ancient lich
191353 | Zig:21   | Noticed an ancient lich
191355 | Zig:21   | Noticed an ancient lich
191356 | Zig:21   | Noticed an ancient lich
191356 | Zig:21   | Noticed an ancient lich
191356 | Zig:21   | Killed an ancient lich
191358 | Zig:21   | Killed an ancient lich
191359 | Zig:21   | Noticed an ancient lich
191360 | Zig:21   | Noticed an ancient lich
191360 | Zig:21   | Noticed an ancient lich
191360 | Zig:21   | Killed an ancient lich
191360 | Zig:21   | Killed an ancient lich
191360 | Zig:21   | Killed an ancient lich
191360 | Zig:21   | Killed an ancient lich
191360 | Zig:21   | Killed an ancient lich
191360 | Zig:21   | Killed an ancient lich
191361 | Zig:21   | Noticed an ancient lich
191361 | Zig:21   | Killed an ancient lich
191361 | Zig:21   | Killed an ancient lich
191362 | Zig:21   | Noticed an ancient lich
191362 | Zig:21   | Killed an ancient lich
191362 | Zig:21   | Killed an ancient lich
191362 | Zig:21   | Killed an ancient lich
191362 | Zig:21   | Killed an ancient lich
191368 | Zig:21   | Killed an ancient lich
191369 | Zig:21   | Killed an ancient lich
191371 | Zig:21   | Killed an ancient lich
191371 | Zig:21   | Killed an ancient lich
191372 | Zig:21   | Killed an ancient lich
191377 | Zig:21   | Killed an ancient lich
191395 | Zig:21   | Got a smoking granite ring
191397 | Zig:21   | Identified the ring of the Five Songs {Wiz rC+ MR+ Int+2} (You found it on level 21 of a ziggurat)
191410 | Zig:21   | Got a warped ivory ring
191412 | Zig:21   | Identified the ring "Vyun" {rElec rPois} (You found it on level 21 of a ziggurat)
191417 | Zig:21   | Got an ancient pewter ring
191419 | Zig:21   | Identified the ring of Nobility {+Fly rElec Int-3 Dex+4 Stlth+} (You found it on level 21 of a ziggurat)
191425 | Zig:21   | Got a steaming crystal amulet
191444 | Zig:21   | Got a clouded ivory ring
191446 | Zig:21   | Identified the ring "Oppeak" {*Corrode rPois Int+2 SInv} (You found it on level 21 of a ziggurat)
191597 | Zig:22   | Entered Level 22 of a ziggurat
191717 | Zig:22   | Noticed Bigiothro the pandemonium lord
191749 | Zig:22   | Killed Bigiothro the pandemonium lord
191787 | Zig:22   | Identified the Guide on Warped Attacks
191794 | Zig:22   | Got a faintly glowing silver ring
191796 | Zig:22   | Identified the ring of Virtue {rCorr rN+ Str+3} (You found it on level 22 of a ziggurat)
191970 | Zig:23   | Entered Level 23 of a ziggurat
191978 | Zig:23   | Noticed Quasas the pandemonium lord
191979 | Zig:23   | Noticed Qoiraup the pandemonium lord
191994 | Zig:23   | Noticed Xorhast the pandemonium lord
191997 | Zig:23   | Noticed Souzuz the pandemonium lord
192002 | Zig:23   | Noticed Caogy the pandemonium lord
192002 | Zig:23   | Noticed Ekij the pandemonium lord
192006 | Zig:23   | Killed Xorhast the pandemonium lord
192009 | Zig:23   | Noticed Kurihipn the pandemonium lord
192009 | Zig:23   | Noticed Loacroej the pandemonium lord
192010 | Zig:23   | Noticed Nydokhin the pandemonium lord
192011 | Zig:23   | Noticed Esyip the pandemonium lord
192012 | Zig:23   | Noticed Wiwkaosu the pandemonium lord
192012 | Zig:23   | Killed Quasas the pandemonium lord
192013 | Zig:23   | Noticed Ahiroesm the pandemonium lord
192013 | Zig:23   | Noticed Beal Xateo the pandemonium lord
192013 | Zig:23   | Noticed Giehohaiha the pandemonium lord
192013 | Zig:23   | Killed Souzuz the pandemonium lord
192013 | Zig:23   | Killed Caogy the pandemonium lord
192014 | Zig:23   | Noticed Pirhat the pandemonium lord
192014 | Zig:23   | Noticed Mecaub the pandemonium lord
192014 | Zig:23   | Noticed Geti Faagru the pandemonium lord
192014 | Zig:23   | Noticed Emuf the pandemonium lord
192014 | Zig:23   | Noticed Saagivucs the pandemonium lord
192014 | Zig:23   | Noticed Boguifae the pandemonium lord
192014 | Zig:23   | Noticed Yptu the pandemonium lord
192014 | Zig:23   | Noticed Loloi the pandemonium lord
192014 | Zig:23   | Noticed Zit Rofe the pandemonium lord
192014 | Zig:23   | Noticed Uxar the pandemonium lord
192015 | Zig:23   | Noticed Udurrang the pandemonium lord
192016 | Zig:23   | Noticed Vuidgh the pandemonium lord
192019 | Zig:23   | Noticed Nebleott the pandemonium lord
192024 | Zig:23   | Killed Boguifae the pandemonium lord
192026 | Zig:23   | Noticed Ohyn the pandemonium lord
192028 | Zig:23   | Noticed Diskuir the pandemonium lord
192028 | Zig:23   | Killed Vuidgh the pandemonium lord
192029 | Zig:23   | Noticed Kiom the pandemonium lord
192031 | Zig:23   | Noticed Ymonu the pandemonium lord
192031 | Zig:23   | Killed Pirhat the pandemonium lord
192031 | Zig:23   | Killed Ahiroesm the pandemonium lord
192031 | Zig:23   | Killed Ekij the pandemonium lord
192031 | Zig:23   | Killed Wiwkaosu the pandemonium lord
192031 | Zig:23   | Killed Qoiraup the pandemonium lord
192032 | Zig:23   | Noticed Esaunapt the pandemonium lord
192032 | Zig:23   | Killed Geti Faagru the pandemonium lord
192032 | Zig:23   | Killed Ymonu the pandemonium lord
192033 | Zig:23   | Killed Esyip the pandemonium lord
192033 | Zig:23   | Killed Mecaub the pandemonium lord
192034 | Zig:23   | Noticed Gacafa the pandemonium lord
192034 | Zig:23   | Killed Saagivucs the pandemonium lord
192034 | Zig:23   | Killed Beal Xateo the pandemonium lord
192034 | Zig:23   | Killed Yptu the pandemonium lord
192035 | Zig:23   | Noticed Kuryxzowk the pandemonium lord
192035 | Zig:23   | Noticed Kilupl Mynug the pandemonium lord
192035 | Zig:23   | Noticed Juley the pandemonium lord
192036 | Zig:23   | Noticed Leufriru the pandemonium lord
192037 | Zig:23   | Noticed Wubrab the pandemonium lord
192037 | Zig:23   | Noticed Alovvoc the pandemonium lord
192037 | Zig:23   | Killed Nydokhin the pandemonium lord
192037 | Zig:23   | Killed Loloi the pandemonium lord
192038 | Zig:23   | Noticed Duiss the pandemonium lord
192038 | Zig:23   | Killed Ohyn the pandemonium lord
192038 | Zig:23   | Killed Esaunapt the pandemonium lord
192040 | Zig:23   | Noticed Isteon the pandemonium lord
192041 | Zig:23   | Noticed Runalyukk the pandemonium lord
192041 | Zig:23   | Noticed Biuj the pandemonium lord
192041 | Zig:23   | Noticed Othreang the pandemonium lord
192041 | Zig:23   | Killed Loacroej the pandemonium lord
192041 | Zig:23   | Killed Uxar the pandemonium lord
192041 | Zig:23   | Killed Duiss the pandemonium lord
192041 | Zig:23   | Killed Diskuir the pandemonium lord
192041 | Zig:23   | Killed Gacafa the pandemonium lord
192042 | Zig:23   | Noticed Soqeng the pandemonium lord
192043 | Zig:23   | Killed Giehohaiha the pandemonium lord
192043 | Zig:23   | Killed Othreang the pandemonium lord
192044 | Zig:23   | Noticed Nuengyuc the pandemonium lord
192044 | Zig:23   | Noticed Ipruawn the pandemonium lord
192044 | Zig:23   | Noticed Daoll the pandemonium lord
192045 | Zig:23   | Killed Udurrang the pandemonium lord
192046 | Zig:23   | Noticed Yzanki the pandemonium lord
192046 | Zig:23   | Noticed Pyumew the pandemonium lord
192046 | Zig:23   | Noticed Upoxug the pandemonium lord
192046 | Zig:23   | Killed Pyumew the pandemonium lord
192046 | Zig:23   | Killed Zit Rofe the pandemonium lord
192046 | Zig:23   | Killed Kiom the pandemonium lord
192046 | Zig:23   | Killed Alovvoc the pandemonium lord
192046 | Zig:23   | Killed Nebleott the pandemonium lord
192046 | Zig:23   | Killed Soqeng the pandemonium lord
192047 | Zig:23   | Killed Wubrab the pandemonium lord
192047 | Zig:23   | Killed Isteon the pandemonium lord
192047 | Zig:23   | Killed Juley the pandemonium lord
192047 | Zig:23   | Killed Daoll the pandemonium lord
192048 | Zig:23   | Noticed Evuomeerph the pandemonium lord
192048 | Zig:23   | Noticed Cesuolacs the pandemonium lord
192048 | Zig:23   | Killed Leufriru the pandemonium lord
192048 | Zig:23   | Killed Runalyukk the pandemonium lord
192049 | Zig:23   | Noticed Kuykk the pandemonium lord
192049 | Zig:23   | Noticed Zosahett the pandemonium lord
192049 | Zig:23   | Noticed Maeli the pandemonium lord
192049 | Zig:23   | Noticed Hezxorue the pandemonium lord
192049 | Zig:23   | Noticed Biori the pandemonium lord
192049 | Zig:23   | Noticed Peat the pandemonium lord
192049 | Zig:23   | Noticed Gepn the pandemonium lord
192049 | Zig:23   | Noticed Yjaadiopp the pandemonium lord
192049 | Zig:23   | Noticed Wosut the pandemonium lord
192049 | Zig:23   | Noticed Delikunn the pandemonium lord
192050 | Zig:23   | Noticed Lyvy the pandemonium lord
192050 | Zig:23   | Noticed Ceggyfau the pandemonium lord
192055 | Zig:23   | Killed Upoxug the pandemonium lord
192058 | Zig:23   | Noticed Vehokauf the pandemonium lord
192060 | Zig:23   | Noticed Ilaeqav the pandemonium lord
192068 | Zig:23   | Noticed Iwo Esta the pandemonium lord
192068 | Zig:23   | Noticed Ufavuzet the pandemonium lord
192071 | Zig:23   | Noticed Boykk the pandemonium lord
192071 | Zig:23   | Noticed Cusetos the pandemonium lord
192072 | Zig:23   | Noticed Mijui the pandemonium lord
192072 | Zig:23   | Noticed Ryanitwuo the pandemonium lord
192072 | Zig:23   | Noticed Xyill the pandemonium lord
192073 | Zig:23   | Noticed Pyklakaf the pandemonium lord
192073 | Zig:23   | Noticed Wirof the pandemonium lord
192074 | Zig:23   | Noticed Lirchus the pandemonium lord
192074 | Zig:23   | Noticed Hiaxkoul the pandemonium lord
192076 | Zig:23   | Noticed Giguwny the pandemonium lord
192077 | Zig:23   | Noticed Obry the pandemonium lord
192077 | Zig:23   | Noticed Lojab the pandemonium lord
192088 | Zig:23   | Killed Cusetos the pandemonium lord
192090 | Zig:23   | Killed Ufavuzet the pandemonium lord
192090 | Zig:23   | Killed Kurihipn the pandemonium lord
192090 | Zig:23   | Killed Obry the pandemonium lord
192090 | Zig:23   | Killed Peat the pandemonium lord
192091 | Zig:23   | Killed Kilupl Mynug the pandemonium lord
192091 | Zig:23   | Noticed Toarot the pandemonium lord
192099 | Zig:23   | Noticed Sid Zorph the pandemonium lord
192102 | Zig:23   | Killed Nuengyuc the pandemonium lord
192103 | Zig:23   | Killed Maeli the pandemonium lord
192103 | Zig:23   | Killed Ipruawn the pandemonium lord
192107 | Zig:23   | Killed Evuomeerph the pandemonium lord
192107 | Zig:23   | Killed Sid Zorph the pandemonium lord
192116 | Zig:23   | Killed Giguwny the pandemonium lord
192118 | Zig:23   | Killed Toarot the pandemonium lord
192118 | Zig:23   | Killed Ceggyfau the pandemonium lord
192121 | Zig:23   | Killed Lyvy the pandemonium lord
192124 | Zig:23   | Killed Gepn the pandemonium lord
192124 | Zig:23   | Killed Yjaadiopp the pandemonium lord
192124 | Zig:23   | Killed Vehokauf the pandemonium lord
192124 | Zig:23   | Killed Hezxorue the pandemonium lord
192124 | Zig:23   | Killed Kuykk the pandemonium lord
192125 | Zig:23   | Killed Lirchus the pandemonium lord
192125 | Zig:23   | Killed Boykk the pandemonium lord
192126 | Zig:23   | Cast into level 5 of the Abyss (Emuf)
192126 | Abyss:5  | Entered Level 5 of the Abyss
192192 | Abyss:5  | Found a runed door.
192206 | Abyss:5  | Identified the Guide on the Lethal Snowflakes
192225 | Zig:23   | Escaped the Abyss
192229 | Zig:23   | Killed Delikunn the pandemonium lord
192229 | Zig:23   | Killed Ilaeqav the pandemonium lord
192229 | Zig:23   | Killed Mijui the pandemonium lord
192231 | Zig:23   | Killed Lojab the pandemonium lord
192231 | Zig:23   | Killed Cesuolacs the pandemonium lord
192232 | Zig:23   | Killed Pyklakaf the pandemonium lord
192232 | Zig:23   | Killed Kuryxzowk the pandemonium lord
192242 | Zig:23   | Noticed Inluroid the pandemonium lord
192246 | Zig:23   | Killed Iwo Esta the pandemonium lord
192247 | Zig:23   | Killed Biuj the pandemonium lord
192247 | Zig:23   | Killed Hiaxkoul the pandemonium lord
192247 | Zig:23   | Killed Inluroid the pandemonium lord
192248 | Zig:23   | Killed Wirof the pandemonium lord
192248 | Zig:23   | Killed Biori the pandemonium lord
192253 | Zig:23   | Killed Wosut the pandemonium lord
192253 | Zig:23   | Killed Emuf the pandemonium lord
192254 | Zig:23   | Killed Xyill the pandemonium lord
192256 | Zig:23   | Killed Yzanki the pandemonium lord
192261 | Zig:23   | Killed Ryanitwuo the pandemonium lord
192266 | Zig:23   | Killed Zosahett the pandemonium lord
192270 | Zig:23   | Noticed Vafekh the pandemonium lord
192278 | Zig:23   | Killed Vafekh the pandemonium lord
192328 | Zig:23   | Identified the cursed +0 helmet of Henotheism {rF+ MR+ Str-3} (You found it on level 23 of a ziggurat)
192330 | Zig:23   | Identified the amulet "Odwun" {RegenMP Dex+3} (You found it on level 21 of a ziggurat)
192349 | Zig:23   | Identified Sif Muna's Guide on Fetching Venom
192357 | Zig:23   | Got a bound steel amulet
192358 | Zig:23   | Identified the amulet "Ixewa" {RegenMP rN+ Int+5} (You found it on level 23 of a ziggurat)
192360 | Zig:23   | Got a brightly glowing lapis lazuli ring
192362 | Zig:23   | Identified the ring "Ezaodabe" {rF+ rN+ Dex+4 Stlth+} (You found it on level 23 of a ziggurat)
192499 | Zig:24   | Entered Level 24 of a ziggurat
192515 | Zig:24   | Noticed an ancient lich
192515 | Zig:24   | Noticed an ancient lich
192516 | Zig:24   | Noticed an ancient lich
192521 | Zig:24   | Killed an ancient lich
192522 | Zig:24   | Noticed an ancient lich
192523 | Zig:24   | Noticed an ancient lich
192523 | Zig:24   | Killed an ancient lich
192523 | Zig:24   | Killed an ancient lich
192524 | Zig:24   | Noticed an ancient lich
192525 | Zig:24   | Noticed an ancient lich
192528 | Zig:24   | Noticed an ancient lich
192533 | Zig:24   | Noticed an ancient lich
192534 | Zig:24   | Noticed an ancient lich
192534 | Zig:24   | Noticed an ancient lich
192534 | Zig:24   | Killed an ancient lich
192534 | Zig:24   | Killed an ancient lich
192536 | Zig:24   | Killed an ancient lich
192538 | Zig:24   | Noticed an ancient lich
192538 | Zig:24   | Noticed an ancient lich
192538 | Zig:24   | Killed an ancient lich
192538 | Zig:24   | Killed an ancient lich
192538 | Zig:24   | Killed an ancient lich
192539 | Zig:24   | Killed an ancient lich
192540 | Zig:24   | Noticed an ancient lich
192541 | Zig:24   | Noticed an ancient lich
192547 | Zig:24   | Killed an ancient lich
192550 | Zig:24   | Killed an ancient lich
192552 | Zig:24   | Noticed an ancient lich
192553 | Zig:24   | Noticed an ancient lich
192553 | Zig:24   | Killed an ancient lich
192553 | Zig:24   | Killed an ancient lich
192554 | Zig:24   | Noticed an ancient lich
192556 | Zig:24   | Killed an ancient lich
192556 | Zig:24   | Killed an ancient lich
192557 | Zig:24   | Killed an ancient lich
192558 | Zig:24   | Killed an ancient lich
192617 | Zig:24   | Got a crude broad axe
192618 | Zig:24   | Identified the +3 broad axe "Arbiter" {speed, *Noise rElec Dex+5 SInv} (You found it on level 24 of a ziggurat)
192643 | Zig:24   | Got a translucent glass ring
192645 | Zig:24   | Identified the ring of Ackiud {*Tele Str+2} (You found it on level 24 of a ziggurat)
192649 | Zig:24   | Got a sparkling wooden ring
192650 | Zig:24   | Identified the cursed ring of Fuuqataw {+Inv Str-2 Dex+3 Stlth-} (You found it on level 24 of a ziggurat)
192657 | Zig:24   | Got a twitching glass ring
192658 | Zig:24   | Identified the ring of Qyla {Wiz rElec Str+2 Stlth-} (You found it on level 24 of a ziggurat)
192664 | Zig:24   | Got a flickering pewter amulet
192665 | Zig:24   | Identified the amulet "Girghi" {Faith rElec rPois rN+ Int-4 Dex+4} (You found it on level 24 of a ziggurat)
192688 | Zig:24   | Identified Sif Muna's Catalogue of the Frostbite and Feathers
192856 | Zig:24   | Identified the Reference Book on Transmigration and Creation
192891 | Zig:25   | Entered Level 25 of a ziggurat
192988 | Zig:25   | Identified the cursed +0 cloak of Supple Strength {+Fly} (You found it on level 25 of a ziggurat)
193002 | Zig:25   | Got a wavering bronze ring
193004 | Zig:25   | Identified the ring of Ulyniem {rF+ Str+3 Int+3 Stlth+} (You found it on level 25 of a ziggurat)
193011 | Zig:25   | Identified the Incunabulum of Envenoming and the Blaze
193261 | Zig:26   | Entered Level 26 of a ziggurat
193576 | Zig:27   | Entered Level 27 of a ziggurat
193702 | Zig:27   | Got a pitted broad axe
193703 | Zig:27   | Identified the cursed +2 broad axe of Vucvagok {chop, Str+2 Int+3} (You found it on level 27 of a ziggurat)
193714 | Zig:27   | Identified the cursed +0 helmet of a sewer {rC+++ Str+2 Dex-5 Slay+2} (You found it on level 27 of a ziggurat)
193718 | Zig:27   | Identified the cursed +0 cloak of the Doge {Dex+4} (You found it on level 27 of a ziggurat)
193723 | Zig:27   | Got a bound iron ring
193725 | Zig:27   | Identified the ring "Berrawoly" {MR+ AC+3} (You found it on level 27 of a ziggurat)
193734 | Zig:27   | Got a serpentine wooden ring
193741 | Zig:27   | Identified the ring "Jixkac" {+Inv +Fly rN+ Str-3 Dex+2} (You found it on level 27 of a ziggurat)
193765 | Zig:27   | Got a transparent eveningstar
193766 | Zig:27   | Identified the +7 eveningstar of Blood-Lust {flame, rPois} (You found it on level 27 of a ziggurat)
193773 | Zig:27   | Got a crude bronze ring
193775 | Zig:27   | Identified the ring of Olyxzur {rF+ MP+9 Str+3 Int+3 Stlth+} (You found it on level 27 of a ziggurat)
193786 | Zig:27   | Got a sparkling turquoise ring
193788 | Zig:27   | Identified the ring "Vick" {rPois Int+2} (You found it on level 27 of a ziggurat)
193800 | Zig:27   | Got a brightly glowing jade amulet
193801 | Zig:27   | Identified the amulet "Teockic" {Inacc rC+ MP-9 Dex+4} (You found it on level 27 of a ziggurat)
194096 | Zig:27   | Got a faintly glowing demon trident
194097 | Zig:27   | Identified the +6 demon trident "Ilisudgh" {freeze, MR+} (You found it on level 27 of a ziggurat)
194292 | Depths:2 | Identified the +0 helmet of Negation {rC- Str+3} (You acquired it on level 2 of the Depths)
194293 | Depths:2 | Identified the +0 hat "Veock" {rElec Str+5 Dex+3} (You acquired it on level 2 of the Depths)
194295 | Depths:2 | Identified the +6 large shield of Minor Irritation {Regen+ MP+9 Dex-4} (You acquired it on level 2 of the Depths)
194297 | Depths:2 | Identified the +1 helmet of Vampiric Thralls {rCorr} (You acquired it on level 2 of the Depths)
194325 | Depths:1 | Reached skill level 27 in Summonings
194437 | Zig:1    | Entered Level 1 of a ziggurat
194438 | Zig:1    | Noticed a greater mummy
194448 | Zig:1    | Killed a greater mummy
194464 | Zig:2    | Entered Level 2 of a ziggurat
194465 | Zig:2    | Noticed Gaonoat the pandemonium lord
194470 | Zig:2    | Noticed Touzodail the pandemonium lord
194480 | Zig:2    | Noticed Isaixano the pandemonium lord
194480 | Zig:2    | Killed Gaonoat the pandemonium lord
194483 | Zig:2    | Killed Touzodail the pandemonium lord
194488 | Zig:2    | Killed Isaixano the pandemonium lord
194519 | Zig:3    | Entered Level 3 of a ziggurat
194589 | Zig:4    | Entered Level 4 of a ziggurat
194596 | Zig:4    | Noticed Taun Qiss the pandemonium lord
194598 | Zig:4    | Noticed Keff the pandemonium lord
194601 | Zig:4    | Noticed Feifim the pandemonium lord
194602 | Zig:4    | Noticed Kiutupn the pandemonium lord
194604 | Zig:4    | Killed Taun Qiss the pandemonium lord
194606 | Zig:4    | Noticed Lasoj the pandemonium lord
194609 | Zig:4    | Killed Kiutupn the pandemonium lord
194609 | Zig:4    | Killed Keff the pandemonium lord
194609 | Zig:4    | Killed Lasoj the pandemonium lord
194615 | Zig:4    | Killed Feifim the pandemonium lord
194680 | Zig:5    | Entered Level 5 of a ziggurat
194836 | Zig:6    | Entered Level 6 of a ziggurat
194945 | Zig:7    | Entered Level 7 of a ziggurat
194947 | Zig:7    | Noticed an ancient lich
194950 | Zig:7    | Noticed an ancient lich
194950 | Zig:7    | Noticed an ancient lich
194956 | Zig:7    | Killed an ancient lich
194956 | Zig:7    | Killed an ancient lich
194958 | Zig:7    | Noticed an ancient lich
194959 | Zig:7    | Killed an ancient lich
194967 | Zig:7    | Killed an ancient lich
195048 | Zig:8    | Entered Level 8 of a ziggurat
195067 | Zig:8    | Killed Geraz the pandemonium lord
195149 | Zig:9    | Entered Level 9 of a ziggurat
195195 | Zig:9    | Got a vibrating platinum ring
195196 | Zig:9    | Identified the ring of Xom's Flight of Fancy {+Blink MR+ Int+2 Dex+2} (You found it on level 9 of a ziggurat)
195201 | Zig:9    | Identified the +3 executioner's axe "Migymiem" {drain, Int+2 Stlth+} (You found it on level 9 of a ziggurat)
195203 | Zig:9    | Got a twitching silver ring
195205 | Zig:9    | Identified the ring "Eqoegom" {Wiz rElec MR- Str+4 Dex+5} (You found it on level 9 of a ziggurat)
195268 | Zig:10   | Entered Level 10 of a ziggurat
195268 | Zig:10   | Noticed a juggernaut
195274 | Zig:10   | Noticed a juggernaut
195274 | Zig:10   | Killed a juggernaut
195275 | Zig:10   | Noticed a juggernaut
195275 | Zig:10   | Noticed a juggernaut
195275 | Zig:10   | Noticed a juggernaut
195276 | Zig:10   | Noticed a juggernaut
195277 | Zig:10   | Noticed a juggernaut
195278 | Zig:10   | Killed a juggernaut
195278 | Zig:10   | Killed a juggernaut
195278 | Zig:10   | Killed a juggernaut
195279 | Zig:10   | Killed a juggernaut
195279 | Zig:10   | Killed a juggernaut
195280 | Zig:10   | Killed a juggernaut
195282 | Zig:10   | Noticed a juggernaut
195287 | Zig:10   | Noticed a juggernaut
195292 | Zig:10   | Killed a juggernaut
195294 | Zig:10   | Killed a juggernaut
195442 | Zig:11   | Entered Level 11 of a ziggurat
195490 | Zig:11   | Got a transparent ivory ring
195492 | Zig:11   | Identified the ring of Omeebeg {*Contam rElec rPois rF+ Int+2} (You found it on level 11 of a ziggurat)
195498 | Zig:11   | Identified the cursed +0 pair of boots of Xigiff {rCorr} (You found it on level 11 of a ziggurat)
195500 | Zig:11   | Got a bound silver amulet
195501 | Zig:11   | Identified the amulet of Cipirr {Spirit +Inv rElec rPois Dex-4} (You found it on level 11 of a ziggurat)
195697 | Zig:12   | Entered Level 12 of a ziggurat
195757 | Zig:12   | Got a coiled platinum ring
195758 | Zig:12   | Identified the ring "Lyosoep" {*Drain rPois rC+ rN++ EV+3} (You found it on level 12 of a ziggurat)
195767 | Zig:12   | Got a twitching turquoise ring
195768 | Zig:12   | Identified the ring "Ahurre" {EV+4 Str+4} (You found it on level 12 of a ziggurat)
195830 | Zig:13   | Entered Level 13 of a ziggurat
195832 | Zig:13   | Noticed an ancient lich
195832 | Zig:13   | Noticed an ancient lich
195838 | Zig:13   | Noticed an ancient lich
195843 | Zig:13   | Noticed an ancient lich
195843 | Zig:13   | Killed an ancient lich
195843 | Zig:13   | Killed an ancient lich
195844 | Zig:13   | Noticed an ancient lich
195844 | Zig:13   | Noticed an ancient lich
195846 | Zig:13   | Noticed an ancient lich
195847 | Zig:13   | Noticed an ancient lich
195848 | Zig:13   | Noticed an ancient lich
195848 | Zig:13   | Killed an ancient lich
195848 | Zig:13   | Killed an ancient lich
195849 | Zig:13   | Noticed an ancient lich
195849 | Zig:13   | Noticed an ancient lich
195849 | Zig:13   | Noticed an ancient lich
195849 | Zig:13   | Killed an ancient lich
195855 | Zig:13   | Killed an ancient lich
195856 | Zig:13   | Killed an ancient lich
195856 | Zig:13   | Killed an ancient lich
195857 | Zig:13   | Killed an ancient lich
195858 | Zig:13   | Killed an ancient lich
195859 | Zig:13   | Killed an ancient lich
195859 | Zig:13   | Killed an ancient lich
195981 | Zig:14   | Entered Level 14 of a ziggurat
196048 | Zig:14   | Identified the +1 pair of gloves of Zin's Favour {Regen+ Int+2 Dex+5} (You found it on level 14 of a ziggurat)
196059 | Zig:14   | Got a heavily runed iron ring
196061 | Zig:14   | Identified the cursed ring "Lioludarph" {rC+ Slay-3 SInv} (You found it on level 14 of a ziggurat)
196065 | Zig:14   | Identified Yfitet Kaome's Reference Book on Translocation and Earth
196187 | Zig:15   | Entered Level 15 of a ziggurat
196326 | Zig:16   | Entered Level 16 of a ziggurat
196429 | Zig:16   | Identified the Tome of Helpful Earth
196512 | Zig:17   | Entered Level 17 of a ziggurat
196514 | Zig:17   | Noticed an ancient lich
196517 | Zig:17   | Noticed an ancient lich
196517 | Zig:17   | Noticed an ancient lich
196518 | Zig:17   | Noticed an ancient lich
196518 | Zig:17   | Noticed an ancient lich
196520 | Zig:17   | Noticed an ancient lich
196522 | Zig:17   | Noticed an ancient lich
196524 | Zig:17   | Noticed an ancient lich
196527 | Zig:17   | Noticed an ancient lich
196529 | Zig:17   | Noticed an ancient lich
196531 | Zig:17   | Noticed an ancient lich
196533 | Zig:17   | Killed an ancient lich
196533 | Zig:17   | Killed an ancient lich
196533 | Zig:17   | Killed an ancient lich
196534 | Zig:17   | Noticed an ancient lich
196534 | Zig:17   | Noticed an ancient lich
196534 | Zig:17   | Noticed an ancient lich
196534 | Zig:17   | Noticed an ancient lich
196534 | Zig:17   | Killed an ancient lich
196534 | Zig:17   | Killed an ancient lich
196534 | Zig:17   | Killed an ancient lich
196534 | Zig:17   | Killed an ancient lich
196535 | Zig:17   | Noticed an ancient lich
196535 | Zig:17   | Noticed an ancient lich
196535 | Zig:17   | Noticed an ancient lich
196535 | Zig:17   | Killed an ancient lich
196536 | Zig:17   | Noticed an ancient lich
196536 | Zig:17   | Noticed an ancient lich
196536 | Zig:17   | Noticed an ancient lich
196536 | Zig:17   | Killed an ancient lich
196536 | Zig:17   | Killed an ancient lich
196537 | Zig:17   | Noticed an ancient lich
196537 | Zig:17   | Noticed an ancient lich
196544 | Zig:17   | Killed an ancient lich
196545 | Zig:17   | Noticed an ancient lich
196545 | Zig:17   | Killed an ancient lich
196545 | Zig:17   | Killed an ancient lich
196545 | Zig:17   | Killed an ancient lich
196546 | Zig:17   | Noticed an ancient lich
196546 | Zig:17   | Killed an ancient lich
196546 | Zig:17   | Killed an ancient lich
196546 | Zig:17   | Killed an ancient lich
196547 | Zig:17   | Noticed an ancient lich
196547 | Zig:17   | Killed an ancient lich
196547 | Zig:17   | Killed an ancient lich
196547 | Zig:17   | Killed an ancient lich
196547 | Zig:17   | Killed an ancient lich
196548 | Zig:17   | Killed an ancient lich
196548 | Zig:17   | Killed an ancient lich
196548 | Zig:17   | Killed an ancient lich
196549 | Zig:17   | Killed an ancient lich
196560 | Zig:17   | Killed an ancient lich
196583 | Zig:17   | Identified Okhefep's Disquisition on Creation and the Birds
196590 | Zig:17   | Got a shimmering jade ring
196592 | Zig:17   | Identified the ring "Taywupt" {*Tele rPois rF+ rC+++ MR-} (You found it on level 17 of a ziggurat)
196594 | Zig:17   | Got a heavily runed golden ring
196596 | Zig:17   | Identified the ring "Sejeaf" {Wiz rElec rN+ SInv} (You found it on level 17 of a ziggurat)
196612 | Zig:17   | Got a heavily runed platinum ring
196614 | Zig:17   | Identified the ring "Xaustof" {Wiz *Drain rElec Slay+2} (You found it on level 17 of a ziggurat)
196714 | Zig:18   | Entered Level 18 of a ziggurat
196810 | Zig:18   | Noticed Anlyn the pandemonium lord
196810 | Zig:18   | Killed Anlyn the pandemonium lord
196844 | Zig:18   | Got a pitted broad axe
196846 | Zig:18   | Identified the +5 broad axe "Nistih" {speed, Stlth+} (You found it on level 18 of a ziggurat)
196861 | Zig:18   | Got a heavily runed brass ring
196863 | Zig:18   | Identified the ring of Uniab {*Tele *Corrode rC+ Int+3 Slay+2} (You found it on level 18 of a ziggurat)
196960 | Zig:19   | Entered Level 19 of a ziggurat
196960 | Zig:19   | Noticed an ancient lich
196961 | Zig:19   | Noticed an ancient lich
196962 | Zig:19   | Noticed an ancient lich
196962 | Zig:19   | Noticed an ancient lich
196973 | Zig:19   | Noticed an ancient lich
196977 | Zig:19   | Killed an ancient lich
196978 | Zig:19   | Killed an ancient lich
196979 | Zig:19   | Noticed an ancient lich
196979 | Zig:19   | Killed an ancient lich
196979 | Zig:19   | Killed an ancient lich
196980 | Zig:19   | Noticed an ancient lich
196980 | Zig:19   | Killed an ancient lich
196991 | Zig:19   | Killed an ancient lich
196992 | Zig:19   | Killed an ancient lich
196993 | Zig:19   | Noticed an ancient lich
196993 | Zig:19   | Noticed an ancient lich
196995 | Zig:19   | Noticed an ancient lich
197002 | Zig:19   | Killed an ancient lich
197004 | Zig:19   | Killed an ancient lich
197004 | Zig:19   | Killed an ancient lich
197015 | Zig:19   | Got a fine hand crossbow
197016 | Zig:19   | Identified the cursed +3 hand crossbow "Yskif" {velocity, Int+5} (You found it on level 19 of a ziggurat)
197027 | Zig:19   | Identified the Grimoire of Creative Enchantment
197181 | Zig:20   | Entered Level 20 of a ziggurat
197184 | Zig:20   | Noticed an ancient lich
197184 | Zig:20   | Noticed an ancient lich
197184 | Zig:20   | Noticed an ancient lich
197185 | Zig:20   | Noticed an ancient lich
197186 | Zig:20   | Noticed an ancient lich
197189 | Zig:20   | Noticed an ancient lich
197190 | Zig:20   | Noticed an ancient lich
197197 | Zig:20   | Noticed an ancient lich
197198 | Zig:20   | Killed an ancient lich
197200 | Zig:20   | Killed an ancient lich
197200 | Zig:20   | Killed an ancient lich
197200 | Zig:20   | Killed an ancient lich
197200 | Zig:20   | Killed an ancient lich
197201 | Zig:20   | Noticed an ancient lich
197201 | Zig:20   | Noticed an ancient lich
197201 | Zig:20   | Noticed an ancient lich
197201 | Zig:20   | Killed an ancient lich
197201 | Zig:20   | Killed an ancient lich
197201 | Zig:20   | Killed an ancient lich
197202 | Zig:20   | Noticed an ancient lich
197202 | Zig:20   | Noticed an ancient lich
197202 | Zig:20   | Killed an ancient lich
197202 | Zig:20   | Killed an ancient lich
197202 | Zig:20   | Killed an ancient lich
197203 | Zig:20   | Noticed an ancient lich
197203 | Zig:20   | Noticed an ancient lich
197203 | Zig:20   | Noticed an ancient lich
197203 | Zig:20   | Noticed an ancient lich
197204 | Zig:20   | Noticed an ancient lich
197204 | Zig:20   | Noticed an ancient lich
197205 | Zig:20   | Noticed an ancient lich
197205 | Zig:20   | Noticed an ancient lich
197206 | Zig:20   | Noticed an ancient lich
197206 | Zig:20   | Noticed an ancient lich
197207 | Zig:20   | Noticed an ancient lich
197207 | Zig:20   | Noticed an ancient lich
197207 | Zig:20   | Noticed an ancient lich
197210 | Zig:20   | Killed an ancient lich
197210 | Zig:20   | Killed an ancient lich
197211 | Zig:20   | Killed an ancient lich
197212 | Zig:20   | Noticed an ancient lich
197212 | Zig:20   | Noticed an ancient lich
197212 | Zig:20   | Noticed an ancient lich
197212 | Zig:20   | Killed an ancient lich
197212 | Zig:20   | Killed an ancient lich
197213 | Zig:20   | Noticed an ancient lich
197213 | Zig:20   | Noticed an ancient lich
197213 | Zig:20   | Noticed an ancient lich
197213 | Zig:20   | Killed an ancient lich
197213 | Zig:20   | Killed an ancient lich
197213 | Zig:20   | Killed an ancient lich
197213 | Zig:20   | Killed an ancient lich
197214 | Zig:20   | Noticed an ancient lich
197214 | Zig:20   | Noticed an ancient lich
197214 | Zig:20   | Killed an ancient lich
197214 | Zig:20   | Killed an ancient lich
197214 | Zig:20   | Killed an ancient lich
197214 | Zig:20   | Killed an ancient lich
197215 | Zig:20   | Killed an ancient lich
197215 | Zig:20   | Killed an ancient lich
197215 | Zig:20   | Killed an ancient lich
197215 | Zig:20   | Killed an ancient lich
197215 | Zig:20   | Killed an ancient lich
197216 | Zig:20   | Noticed an ancient lich
197222 | Zig:20   | Killed an ancient lich
197223 | Zig:20   | Killed an ancient lich
197223 | Zig:20   | Killed an ancient lich
197224 | Zig:20   | Killed an ancient lich
197225 | Zig:20   | Killed an ancient lich
197226 | Zig:20   | Killed an ancient lich
197227 | Zig:20   | Noticed an ancient lich
197235 | Zig:20   | Killed an ancient lich
197248 | Zig:20   | Got a shimmering bronze ring
197249 | Zig:20   | Identified the ring of Reimbursement {rF+ EV+1 Dex+2} (You found it on level 20 of a ziggurat)
197259 | Zig:20   | Got an ancient hand crossbow
197260 | Zig:20   | Identified the +3 hand crossbow "Yfipugic" {velocity, Dex+3} (You found it on level 20 of a ziggurat)
197268 | Zig:20   | Identified the Tome of Destructive Summoning
197305 | Zig:20   | Identified the +1 cloak "Biuvvuby" {Int+4} (You found it on level 20 of a ziggurat)
197309 | Zig:20   | Identified Sif Muna's Disquisition on Evil Beguiling
197435 | Zig:21   | Entered Level 21 of a ziggurat
197440 | Zig:21   | Noticed an ancient lich
197441 | Zig:21   | Noticed an ancient lich
197441 | Zig:21   | Noticed an ancient lich
197441 | Zig:21   | Noticed an ancient lich
197441 | Zig:21   | Noticed an ancient lich
197442 | Zig:21   | Noticed an ancient lich
197443 | Zig:21   | Noticed an ancient lich
197444 | Zig:21   | Noticed an ancient lich
197447 | Zig:21   | Noticed an ancient lich
197447 | Zig:21   | Noticed an ancient lich
197447 | Zig:21   | Noticed an ancient lich
197450 | Zig:21   | Noticed an ancient lich
197450 | Zig:21   | Noticed an ancient lich
197453 | Zig:21   | Noticed an ancient lich
197454 | Zig:21   | Noticed an ancient lich
197454 | Zig:21   | Noticed an ancient lich
197454 | Zig:21   | Noticed an ancient lich
197456 | Zig:21   | Killed an ancient lich
197456 | Zig:21   | Killed an ancient lich
197457 | Zig:21   | Noticed an ancient lich
197457 | Zig:21   | Noticed an ancient lich
197457 | Zig:21   | Noticed an ancient lich
197457 | Zig:21   | Noticed an ancient lich
197457 | Zig:21   | Killed an ancient lich
197457 | Zig:21   | Killed an ancient lich
197457 | Zig:21   | Killed an ancient lich
197457 | Zig:21   | Killed an ancient lich
197457 | Zig:21   | Killed an ancient lich
197457 | Zig:21   | Killed an ancient lich
197458 | Zig:21   | Noticed an ancient lich
197458 | Zig:21   | Noticed an ancient lich
197458 | Zig:21   | Noticed an ancient lich
197458 | Zig:21   | Noticed an ancient lich
197458 | Zig:21   | Noticed an ancient lich
197458 | Zig:21   | Killed an ancient lich
197458 | Zig:21   | Killed an ancient lich
197458 | Zig:21   | Killed an ancient lich
197458 | Zig:21   | Killed an ancient lich
197459 | Zig:21   | Noticed an ancient lich
197459 | Zig:21   | Noticed an ancient lich
197459 | Zig:21   | Killed an ancient lich
197459 | Zig:21   | Killed an ancient lich
197459 | Zig:21   | Killed an ancient lich
197459 | Zig:21   | Killed an ancient lich
197460 | Zig:21   | Noticed an ancient lich
197460 | Zig:21   | Killed an ancient lich
197460 | Zig:21   | Killed an ancient lich
197460 | Zig:21   | Killed an ancient lich
197460 | Zig:21   | Killed an ancient lich
197461 | Zig:21   | Noticed an ancient lich
197461 | Zig:21   | Noticed an ancient lich
197462 | Zig:21   | Noticed an ancient lich
197462 | Zig:21   | Noticed an ancient lich
197467 | Zig:21   | Killed an ancient lich
197468 | Zig:21   | Killed an ancient lich
197468 | Zig:21   | Killed an ancient lich
197469 | Zig:21   | Killed an ancient lich
197469 | Zig:21   | Killed an ancient lich
197469 | Zig:21   | Killed an ancient lich
197469 | Zig:21   | Killed an ancient lich
197470 | Zig:21   | Noticed an ancient lich
197470 | Zig:21   | Killed an ancient lich
197470 | Zig:21   | Killed an ancient lich
197470 | Zig:21   | Killed an ancient lich
197470 | Zig:21   | Noticed an ancient lich
197470 | Zig:21   | Noticed an ancient lich
197471 | Zig:21   | Noticed an ancient lich
197471 | Zig:21   | Killed an ancient lich
197471 | Zig:21   | Killed an ancient lich
197472 | Zig:21   | Noticed an ancient lich
197472 | Zig:21   | Noticed an ancient lich
197473 | Zig:21   | Killed an ancient lich
197473 | Zig:21   | Killed an ancient lich
197479 | Zig:21   | Killed an ancient lich
197483 | Zig:21   | Killed an ancient lich
197486 | Zig:21   | Killed an ancient lich
197486 | Zig:21   | Killed an ancient lich
197488 | Zig:21   | Killed an ancient lich
197498 | Zig:21   | Identified the cursed +0 pair of boots of Zacsaq {rF+ Int+2} (You found it on level 21 of a ziggurat)
197508 | Zig:21   | Got an ancient steel amulet
197509 | Zig:21   | Identified the amulet "Leapoach" {+Rage Dex+5 Slay+3} (You found it on level 21 of a ziggurat)
197530 | Zig:21   | Got a pitted turquoise ring
197531 | Zig:21   | Identified the ring of Hadatt {Wiz rF- rN+ Int+4 SInv} (You found it on level 21 of a ziggurat)
197612 | Zig:21   | Got a jewelled hunting sling
197613 | Zig:21   | Identified the +3 hunting sling "Juikoit" {velocity, Int+7} (You found it on level 21 of a ziggurat)
197649 | Zig:22   | Entered Level 22 of a ziggurat
197729 | Zig:22   | Got a twitching golden ring
197731 | Zig:22   | Identified the ring "Boteriph" {MR+ Dex+4} (You found it on level 22 of a ziggurat)
197953 | Zig:22   | Identified the Volume of the Assistive Rocks
197965 | Zig:23   | Entered Level 23 of a ziggurat
198060 | Zig:23   | Identified the Collected Works on Translocation and Stones
198082 | Zig:23   | Got a wavering golden ring
198083 | Zig:23   | Identified the ring of Impatience {rElec AC+5 Dex+2} (You found it on level 23 of a ziggurat)
198262 | Zig:23   | Got a transparent hunting sling
198263 | Zig:23   | Identified the +2 hunting sling of Otiumnaomi {freeze, +Fly rF+} (You found it on level 23 of a ziggurat)
198268 | Zig:23   | Identified the +9 ice dragon scales of Happiness {rF- rC++ rN+} (You found it on level 23 of a ziggurat)
198314 | Zig:24   | Entered Level 24 of a ziggurat
198340 | Zig:24   | Noticed an ancient lich
198347 | Zig:24   | Killed an ancient lich
198407 | Zig:24   | Got a dazzling hunting sling
198408 | Zig:24   | Identified the +10 hunting sling of Starshine {flame, +Inv rElec Int+3 SInv} (You found it on level 24 of a ziggurat)
198417 | Zig:24   | Identified Miczaeg's Compendium of Confrontation and the Voyage
198434 | Zig:24   | Got a crude amber ring
198435 | Zig:24   | Identified the ring "Xowipsit" {rC+ Dex+6 Stlth+} (You found it on level 24 of a ziggurat)
198557 | Zig:25   | Entered Level 25 of a ziggurat
198897 | Zig:26   | Entered Level 26 of a ziggurat
198986 | Zig:26   | Got a crude tin ring
198987 | Zig:26   | Identified the ring "Raataog" {rCorr rElec Int+4 Slay+2} (You found it on level 26 of a ziggurat)
198989 | Zig:26   | Identified the Handbook of the Ego
199009 | Zig:26   | Identified the cursed +0 cloak of Coronation {Stlth+} (You found it on level 26 of a ziggurat)
199019 | Zig:26   | Got a faintly glowing iron ring
199021 | Zig:26   | Identified the ring of the Tired Demons {Ice Int+3 Dex+2} (You found it on level 26 of a ziggurat)
199033 | Zig:26   | Got a shimmering hunting sling
199034 | Zig:26   | Identified the +9 hunting sling of Heeqis {velocity, Int+7} (You found it on level 26 of a ziggurat)
199037 | Zig:26   | Got a scintillating pewter ring
199040 | Zig:26   | Identified the ring "Hehuteir" {MP+9 Str+3 Dex+6} (You found it on level 26 of a ziggurat)
199043 | Zig:26   | Got a heavily runed tin ring
199045 | Zig:26   | Identified the ring "Bena Xefu" {rF+ SInv} (You found it on level 26 of a ziggurat)
199312 | Zig:27   | Entered Level 27 of a ziggurat
199382 | Zig:27   | Noticed Wuissun the pandemonium lord
199386 | Zig:27   | Killed Wuissun the pandemonium lord
199449 | Zig:27   | Got a coiled wooden ring
199451 | Zig:27   | Identified the ring "Gaqux" {rF+ MR+} (You found it on level 27 of a ziggurat)
199479 | Zig:27   | Got a shimmering bronze ring
199480 | Zig:27   | Identified the ring "Fueprao" {rC+ MR++ MP+9 Dex+8 Stlth-} (You found it on level 27 of a ziggurat)
199513 | Zig:27   | Got a clouded lead amulet
199514 | Zig:27   | Identified the amulet "Tinuefom" {Gourm rPois Str-2 Int-4 Dex+5} (You found it on level 27 of a ziggurat)
199682 | Zig:27   | Got a scorched fustibalus
199683 | Zig:27   | Identified the +6 fustibalus of Trauma {venom, rPois} (You found it on level 27 of a ziggurat)
199772 | Depths:2 | Identified the -3 helmet of Mezcal {+Blink} (You acquired it on level 2 of the Depths)
199856 | Zig:1    | Entered Level 1 of a ziggurat
199912 | Zig:2    | Entered Level 2 of a ziggurat
199934 | Zig:2    | Got a sparkling crystal amulet
199935 | Zig:2    | Identified the amulet "Roatiugh" {Inacc Str+2} (You found it on level 2 of a ziggurat)
199975 | Zig:3    | Entered Level 3 of a ziggurat
200054 | Zig:4    | Entered Level 4 of a ziggurat
200054 | Zig:4    | Noticed Kit Aty the pandemonium lord
200054 | Zig:4    | Noticed Wemiu the pandemonium lord
200054 | Zig:4    | Noticed Pygar the pandemonium lord
200054 | Zig:4    | Noticed Woytt the pandemonium lord
200058 | Zig:4    | Noticed Qubbael the pandemonium lord
200059 | Zig:4    | Killed Ypsoffil the pandemonium lord
200063 | Zig:4    | Killed Kit Aty the pandemonium lord
200063 | Zig:4    | Killed Pygar the pandemonium lord
200063 | Zig:4    | Killed Wemiu the pandemonium lord
200067 | Zig:4    | Noticed Xulicw the pandemonium lord
200069 | Zig:4    | Killed Woytt the pandemonium lord
200072 | Zig:4    | Killed Qubbael the pandemonium lord
200074 | Zig:4    | Killed Xulicw the pandemonium lord
200122 | Zig:5    | Entered Level 5 of a ziggurat
200162 | Zig:5    | Identified the cursed -3 cloak of Jiciul {rN+++ rCorr Str-5 Dex-5} (You found it on level 5 of a ziggurat)
200209 | Zig:6    | Entered Level 6 of a ziggurat
200209 | Zig:6    | Noticed a greater mummy
200209 | Zig:6    | Noticed a greater mummy
200209 | Zig:6    | Noticed a greater mummy
200209 | Zig:6    | Noticed a greater mummy
200209 | Zig:6    | Noticed an ancient lich
200217 | Zig:6    | Noticed a greater mummy
200217 | Zig:6    | Killed an ancient lich
200218 | Zig:6    | Noticed a greater mummy
200218 | Zig:6    | Noticed a greater mummy
200218 | Zig:6    | Killed a greater mummy
200218 | Zig:6    | Killed a greater mummy
200220 | Zig:6    | Killed a greater mummy
200220 | Zig:6    | Killed a greater mummy
200220 | Zig:6    | Killed a greater mummy
200222 | Zig:6    | Noticed a greater mummy
200222 | Zig:6    | Noticed a greater mummy
200222 | Zig:6    | Killed a greater mummy
200225 | Zig:6    | Killed a greater mummy
200226 | Zig:6    | Killed a greater mummy
200226 | Zig:6    | Killed a greater mummy
200230 | Zig:6    | Noticed a greater mummy
200231 | Zig:6    | Killed a greater mummy
200233 | Zig:6    | Noticed a greater mummy
200233 | Zig:6    | Killed a greater mummy
200282 | Zig:7    | Entered Level 7 of a ziggurat
200282 | Zig:7    | Noticed Haorujio the pandemonium lord
200282 | Zig:7    | Noticed Ogareqihos the pandemonium lord
200282 | Zig:7    | Noticed Xecwurph the pandemonium lord
200282 | Zig:7    | Noticed Nahopio the pandemonium lord
200287 | Zig:7    | Noticed Bielejit the pandemonium lord
200287 | Zig:7    | Noticed Ceughy the pandemonium lord
200288 | Zig:7    | Noticed Jocruubu the pandemonium lord
200288 | Zig:7    | Killed Ceughy the pandemonium lord
200289 | Zig:7    | Noticed Wuagairgh the pandemonium lord
200290 | Zig:7    | Noticed Geizi the pandemonium lord
200290 | Zig:7    | Noticed Agreod the pandemonium lord
200290 | Zig:7    | Killed Wuagairgh the pandemonium lord
200291 | Zig:7    | Noticed Uroeniah the pandemonium lord
200291 | Zig:7    | Killed Xecwurph the pandemonium lord
200291 | Zig:7    | Killed Ogareqihos the pandemonium lord
200291 | Zig:7    | Killed Haorujio the pandemonium lord
200291 | Zig:7    | Killed Bielejit the pandemonium lord
200293 | Zig:7    | Noticed Kacenluf the pandemonium lord
200295 | Zig:7    | Noticed Focvaps the pandemonium lord
200297 | Zig:7    | Noticed Batystroixach the pandemonium lord
200298 | Zig:7    | Killed Kacenluf the pandemonium lord
200298 | Zig:7    | Killed Geizi the pandemonium lord
200298 | Zig:7    | Killed Uroeniah the pandemonium lord
200301 | Zig:7    | Killed Jocruubu the pandemonium lord
200301 | Zig:7    | Killed Agreod the pandemonium lord
200301 | Zig:7    | Killed Uffoi the pandemonium lord
200302 | Zig:7    | Noticed Fagis the pandemonium lord
200302 | Zig:7    | Noticed Likec the pandemonium lord
200303 | Zig:7    | Killed Nahopio the pandemonium lord
200304 | Zig:7    | Noticed Joiser the pandemonium lord
200304 | Zig:7    | Killed Batystroixach the pandemonium lord
200305 | Zig:7    | Killed Focvaps the pandemonium lord
200306 | Zig:7    | Noticed Wut Hene the pandemonium lord
200306 | Zig:7    | Noticed Mefust the pandemonium lord
200306 | Zig:7    | Killed Jevvihuy the pandemonium lord
200306 | Zig:7    | Killed Likec the pandemonium lord
200306 | Zig:7    | Killed Wut Hene the pandemonium lord
200307 | Zig:7    | Noticed Tuqu the pandemonium lord
200307 | Zig:7    | Noticed Tidwougick the pandemonium lord
200309 | Zig:7    | Killed Tidwougick the pandemonium lord
200309 | Zig:7    | Killed Mefust the pandemonium lord
200309 | Zig:7    | Killed Topsedol the pandemonium lord
200309 | Zig:7    | Killed Fagis the pandemonium lord
200313 | Zig:7    | Killed Tuqu the pandemonium lord
200313 | Zig:7    | Killed Joiser the pandemonium lord
200346 | Zig:7    | Got a translucent silver ring
200348 | Zig:7    | Identified the ring of Inyn {Ice -Tele +Fly Slay+3} (You found it on level 7 of a ziggurat)
200437 | Zig:8    | Entered Level 8 of a ziggurat
200497 | Zig:8    | Identified the Handbook of Igneous Augmentations
200505 | Zig:8    | Got a fine granite ring
200507 | Zig:8    | Identified the ring "Jacrocre" {-Tele rElec rC+++ Slay+3} (You found it on level 8 of a ziggurat)
200598 | Zig:9    | Entered Level 9 of a ziggurat
200598 | Zig:9    | Noticed an ancient lich
200599 | Zig:9    | Noticed an ancient lich
200606 | Zig:9    | Noticed an ancient lich
200607 | Zig:9    | Noticed an ancient lich
200608 | Zig:9    | Noticed an ancient lich
200608 | Zig:9    | Noticed an ancient lich
200608 | Zig:9    | Killed an ancient lich
200609 | Zig:9    | Noticed an ancient lich
200609 | Zig:9    | Killed an ancient lich
200609 | Zig:9    | Killed an ancient lich
200612 | Zig:9    | Noticed an ancient lich
200616 | Zig:9    | Killed an ancient lich
200616 | Zig:9    | Killed an ancient lich
200617 | Zig:9    | Killed an ancient lich
200618 | Zig:9    | Killed an ancient lich
200620 | Zig:9    | Killed an ancient lich
200765 | Zig:10   | Entered Level 10 of a ziggurat
200800 | Zig:10   | Got a translucent ivory ring
200860 | Zig:11   | Entered Level 11 of a ziggurat
200921 | Zig:11   | Identified the +2 pair of boots of the Volcano {-Cast *Corrode MR+++ SInv} (You found it on level 11 of a ziggurat)
200927 | Zig:11   | Identified the ring of Liberalism {rC+ Dex+5} (You found it on level 10 of a ziggurat)
200938 | Zig:11   | Got a steaming amber ring
200940 | Zig:11   | Identified the ring of Faleul {+Inv EV+1 Str+3 Int+4} (You found it on level 11 of a ziggurat)
200949 | Zig:11   | Identified the +3 pair of boots "Keutigg" {-Tele Int+6 Dex+5} (You found it on level 11 of a ziggurat)
200962 | Zig:11   | Got a pitted pewter ring
200965 | Zig:11   | Identified the ring "Zodwur" {Fire rN+ Int+3} (You found it on level 11 of a ziggurat)
201071 | Zig:12   | Entered Level 12 of a ziggurat
201129 | Zig:12   | Got a slimy turquoise ring
201160 | Zig:12   | Identified Hithrutep's Collected Works on Twisted Snow
201261 | Zig:13   | Entered Level 13 of a ziggurat
201297 | Zig:13   | Noticed Joudof the pandemonium lord
201301 | Zig:13   | Killed Joudof the pandemonium lord
201351 | Zig:13   | Got a pitted jade ring
201353 | Zig:13   | Identified the ring of Jesill {Fire rPois Int-3 Dex+6} (You found it on level 13 of a ziggurat)
201358 | Zig:13   | Identified the ring of Rergh {+Fly MR- Str+5} (You found it on level 12 of a ziggurat)
201370 | Zig:13   | Got a steaming hunting sling
201371 | Zig:13   | Identified the +6 hunting sling of the Bruised Moons {venom, rC+} (You found it on level 13 of a ziggurat)
201384 | Zig:13   | Got a slimy platinum ring
201386 | Zig:13   | Identified the ring of Moomol {+Fly rElec rPois rN++ Str-2} (You found it on level 13 of a ziggurat)
201447 | Zig:14   | Entered Level 14 of a ziggurat
201514 | Zig:14   | Got a smoking lead ring
201515 | Zig:14   | Identified the ring "Feemuoxi" {rF+ SInv} (You found it on level 14 of a ziggurat)
201594 | Zig:15   | Entered Level 15 of a ziggurat
201594 | Zig:15   | Noticed an ancient lich
201594 | Zig:15   | Noticed an ancient lich
201594 | Zig:15   | Noticed an ancient lich
201594 | Zig:15   | Noticed an ancient lich
201595 | Zig:15   | Noticed an ancient lich
201600 | Zig:15   | Noticed an ancient lich
201600 | Zig:15   | Killed an ancient lich
201601 | Zig:15   | Noticed an ancient lich
201601 | Zig:15   | Killed an ancient lich
201602 | Zig:15   | Noticed an ancient lich
201603 | Zig:15   | Noticed an ancient lich
201608 | Zig:15   | Killed an ancient lich
201610 | Zig:15   | Killed an ancient lich
201610 | Zig:15   | Killed an ancient lich
201611 | Zig:15   | Noticed an ancient lich
201611 | Zig:15   | Killed an ancient lich
201611 | Zig:15   | Noticed an ancient lich
201612 | Zig:15   | Noticed an ancient lich
201612 | Zig:15   | Killed an ancient lich
201612 | Zig:15   | Killed an ancient lich
201612 | Zig:15   | Killed an ancient lich
201613 | Zig:15   | Noticed an ancient lich
201614 | Zig:15   | Noticed an ancient lich
201614 | Zig:15   | Noticed an ancient lich
201614 | Zig:15   | Noticed an ancient lich
201614 | Zig:15   | Noticed an ancient lich
201614 | Zig:15   | Killed an ancient lich
201614 | Zig:15   | Killed an ancient lich
201616 | Zig:15   | Noticed an ancient lich
201618 | Zig:15   | Noticed an ancient lich
201618 | Zig:15   | Noticed an ancient lich
201620 | Zig:15   | Killed an ancient lich
201621 | Zig:15   | Killed an ancient lich
201621 | Zig:15   | Killed an ancient lich
201622 | Zig:15   | Killed an ancient lich
201622 | Zig:15   | Killed an ancient lich
201623 | Zig:15   | Killed an ancient lich
201624 | Zig:15   | Killed an ancient lich
201624 | Zig:15   | Killed an ancient lich
201624 | Zig:15   | Killed an ancient lich
201657 | Zig:15   | Identified the cursed +0 cloak of Efesaim {*Drain +Blink rC+++ Slay-3} (You found it on level 15 of a ziggurat)
201685 | Zig:15   | Identified Sif Muna's Tome of the Rocks and Hexes
201698 | Zig:15   | Got a scorched hand crossbow
201699 | Zig:15   | Identified the cursed +1 hand crossbow of Tumult {elec, MR+} (You found it on level 15 of a ziggurat)
201801 | Zig:16   | Entered Level 16 of a ziggurat
201958 | Zig:17   | Entered Level 17 of a ziggurat
202023 | Zig:17   | Got a scorched demon blade
202024 | Zig:17   | Identified the cursed +0 demon blade of the Sun {freeze, Str+9 Int-5} (You found it on level 17 of a ziggurat)
202042 | Zig:17   | Got a smoking copper ring
202044 | Zig:17   | Identified the ring "Messit Qoax" {Wiz Dex+2} (You found it on level 17 of a ziggurat)
202048 | Zig:17   | Got a scintillating glass ring
202049 | Zig:17   | Identified the ring of Free Expression {MR+ Int+3 SInv} (You found it on level 17 of a ziggurat)
202060 | Zig:17   | Got a transparent granite ring
202061 | Zig:17   | Identified the ring "Healosou" {Int+5 Slay+2} (You found it on level 17 of a ziggurat)
202080 | Zig:17   | Got a flickering ruby amulet
202081 | Zig:17   | Identified the amulet "Hyaruhiu" {Harm -Tele *Corrode *Drain rElec Str+4} (You found it on level 17 of a ziggurat)
202232 | Zig:18   | Entered Level 18 of a ziggurat
202232 | Zig:18   | Noticed an ancient lich
202232 | Zig:18   | Noticed an ancient lich
202233 | Zig:18   | Noticed an ancient lich
202234 | Zig:18   | Noticed an ancient lich
202240 | Zig:18   | Noticed an ancient lich
202240 | Zig:18   | Noticed an ancient lich
202240 | Zig:18   | Noticed an ancient lich
202240 | Zig:18   | Noticed an ancient lich
202240 | Zig:18   | Killed an ancient lich
202240 | Zig:18   | Killed an ancient lich
202241 | Zig:18   | Noticed an ancient lich
202241 | Zig:18   | Noticed an ancient lich
202242 | Zig:18   | Noticed an ancient lich
202242 | Zig:18   | Killed an ancient lich
202242 | Zig:18   | Killed an ancient lich
202242 | Zig:18   | Killed an ancient lich
202243 | Zig:18   | Noticed an ancient lich
202243 | Zig:18   | Noticed an ancient lich
202243 | Zig:18   | Killed an ancient lich
202243 | Zig:18   | Killed an ancient lich
202243 | Zig:18   | Killed an ancient lich
202244 | Zig:18   | Noticed an ancient lich
202244 | Zig:18   | Noticed an ancient lich
202245 | Zig:18   | Noticed an ancient lich
202245 | Zig:18   | Noticed an ancient lich
202245 | Zig:18   | Noticed an ancient lich
202246 | Zig:18   | Noticed an ancient lich
202246 | Zig:18   | Noticed an ancient lich
202251 | Zig:18   | Noticed an ancient lich
202251 | Zig:18   | Noticed an ancient lich
202251 | Zig:18   | Killed an ancient lich
202252 | Zig:18   | Killed an ancient lich
202253 | Zig:18   | Killed an ancient lich
202254 | Zig:18   | Killed an ancient lich
202254 | Zig:18   | Killed an ancient lich
202255 | Zig:18   | Noticed an ancient lich
202255 | Zig:18   | Killed an ancient lich
202255 | Zig:18   | Killed an ancient lich
202255 | Zig:18   | Killed an ancient lich
202255 | Zig:18   | Killed an ancient lich
202256 | Zig:18   | Noticed an ancient lich
202256 | Zig:18   | Noticed an ancient lich
202256 | Zig:18   | Noticed an ancient lich
202256 | Zig:18   | Noticed an ancient lich
202256 | Zig:18   | Killed an ancient lich
202256 | Zig:18   | Killed an ancient lich
202256 | Zig:18   | Killed an ancient lich
202257 | Zig:18   | Noticed an ancient lich
202257 | Zig:18   | Killed an ancient lich
202257 | Zig:18   | Killed an ancient lich
202257 | Zig:18   | Killed an ancient lich
202259 | Zig:18   | Noticed an ancient lich
202264 | Zig:18   | Killed an ancient lich
202265 | Zig:18   | Killed an ancient lich
202265 | Zig:18   | Killed an ancient lich
202265 | Zig:18   | Killed an ancient lich
202266 | Zig:18   | Killed an ancient lich
202267 | Zig:18   | Killed an ancient lich
202268 | Zig:18   | Noticed an ancient lich
202274 | Zig:18   | Killed an ancient lich
202324 | Zig:18   | Got a slimy brass ring
202327 | Zig:18   | Identified the ring of Back {rPois Str+3 Dex+2} (You found it on level 18 of a ziggurat)
202336 | Zig:18   | Identified Qiukur's Papyrus of Cloudy Poison
202445 | Zig:19   | Entered Level 19 of a ziggurat
202445 | Zig:19   | Noticed a greater mummy
202445 | Zig:19   | Noticed a greater mummy
202445 | Zig:19   | Noticed a greater mummy
202445 | Zig:19   | Noticed a greater mummy
202445 | Zig:19   | Noticed a greater mummy
202445 | Zig:19   | Noticed a greater mummy
202445 | Zig:19   | Noticed a greater mummy
202445 | Zig:19   | Noticed a greater mummy
202448 | Zig:19   | Noticed a greater mummy
202448 | Zig:19   | Killed a greater mummy
202449 | Zig:19   | Noticed a greater mummy
202449 | Zig:19   | Noticed a greater mummy
202452 | Zig:19   | Killed a greater mummy
202452 | Zig:19   | Killed a greater mummy
202452 | Zig:19   | Killed a greater mummy
202452 | Zig:19   | Killed a greater mummy
202452 | Zig:19   | Killed a greater mummy
202452 | Zig:19   | Killed a greater mummy
202452 | Zig:19   | Killed a greater mummy
202454 | Zig:19   | Noticed a greater mummy
202454 | Zig:19   | Killed a greater mummy
202457 | Zig:19   | Killed a greater mummy
202458 | Zig:19   | Killed a greater mummy
202459 | Zig:19   | Noticed a greater mummy
202460 | Zig:19   | Noticed a greater mummy
202462 | Zig:19   | Killed a greater mummy
202462 | Zig:19   | Killed a greater mummy
202463 | Zig:19   | Noticed a greater mummy
202465 | Zig:19   | Noticed a greater mummy
202466 | Zig:19   | Killed a greater mummy
202467 | Zig:19   | Noticed a greater mummy
202467 | Zig:19   | Killed a greater mummy
202468 | Zig:19   | Noticed a greater mummy
202469 | Zig:19   | Noticed a greater mummy
202469 | Zig:19   | Noticed a greater mummy
202469 | Zig:19   | Noticed a greater mummy
202469 | Zig:19   | Killed a greater mummy
202469 | Zig:19   | Killed a greater mummy
202470 | Zig:19   | Noticed a greater mummy
202470 | Zig:19   | Killed a greater mummy
202470 | Zig:19   | Killed a greater mummy
202470 | Zig:19   | Killed a greater mummy
202473 | Zig:19   | Killed a greater mummy
202474 | Zig:19   | Killed a greater mummy
202478 | Zig:19   | Noticed a greater mummy
202479 | Zig:19   | Killed a greater mummy
202483 | Zig:19   | Noticed a greater mummy
202484 | Zig:19   | Noticed a greater mummy
202486 | Zig:19   | Killed a greater mummy
202487 | Zig:19   | Noticed a greater mummy
202488 | Zig:19   | Killed a greater mummy
202490 | Zig:19   | Killed a greater mummy
202495 | Zig:19   | Noticed a greater mummy
202495 | Zig:19   | Killed a greater mummy
202497 | Zig:19   | Noticed a greater mummy
202499 | Zig:19   | Noticed a greater mummy
202499 | Zig:19   | Noticed a greater mummy
202499 | Zig:19   | Killed a greater mummy
202500 | Zig:19   | Killed a greater mummy
202503 | Zig:19   | Noticed a greater mummy
202505 | Zig:19   | Noticed a greater mummy
202506 | Zig:19   | Killed a greater mummy
202506 | Zig:19   | Killed a greater mummy
202506 | Zig:19   | Killed a greater mummy
202547 | Zig:19   | Got an ancient brass ring
202548 | Zig:19   | Identified the ring of Ycsuviubb {rCorr Int+4} (You found it on level 19 of a ziggurat)
202569 | Zig:19   | Identified the +1 helmet of Parts Unknown {+Fly rPois Str-2 Dex+2} (You found it on level 19 of a ziggurat)
202662 | Zig:20   | Entered Level 20 of a ziggurat
202748 | Zig:20   | Got a wavering amber ring
202749 | Zig:20   | Identified the ring of Lady Luck {*Corrode rElec rF- MR+ Int+5} (You found it on level 20 of a ziggurat)
202772 | Zig:20   | Got a warped bronze ring
202773 | Zig:20   | Identified the ring "Selito" {*Slow rElec Slay+6 Stlth-} (You found it on level 20 of a ziggurat)
202905 | Zig:21   | Entered Level 21 of a ziggurat
203002 | Zig:21   | Got a coiled iron ring
203003 | Zig:21   | Identified the ring of Niruer {rF+ Dex+8} (You found it on level 21 of a ziggurat)
203014 | Zig:21   | Got a heavily runed iron ring
203016 | Zig:21   | Identified the ring "Hoarusch" {+Blink rPois} (You found it on level 21 of a ziggurat)
203111 | Zig:22   | Entered Level 22 of a ziggurat
203184 | Zig:22   | Got a flickering brass ring
203185 | Zig:22   | Identified the ring "Toverank" {*Tele rN++ Dex-4 Stlth+} (You found it on level 22 of a ziggurat)
203193 | Zig:22   | Got a clouded steel ring
203196 | Zig:22   | Identified the Papyrus of Spatial Creation
203199 | Zig:22   | Identified the -1 helmet of Wasted Space {rPois rF- Slay+2} (You found it on level 22 of a ziggurat)
203202 | Zig:22   | Got a steaming pewter ring
203203 | Zig:22   | Identified the ring "Bopil" {rCorr -Tele +Fly Int+4 Dex+7} (You found it on level 22 of a ziggurat)
203204 | Zig:22   | Identified the Grimoire of Toxic Ice
203212 | Zig:22   | Got an ancient amethyst amulet
203213 | Zig:22   | Identified the amulet of Doubts {+Rage rPois rC+} (You found it on level 22 of a ziggurat)
203221 | Zig:22   | Identified the ring "Ubri" {Str+8 Slay+4} (You found it on level 22 of a ziggurat)
203401 | Zig:23   | Entered Level 23 of a ziggurat
203404 | Zig:23   | Noticed an ancient lich
203404 | Zig:23   | Noticed an ancient lich
203404 | Zig:23   | Noticed an ancient lich
203409 | Zig:23   | Noticed an ancient lich
203410 | Zig:23   | Noticed an ancient lich
203412 | Zig:23   | Noticed an ancient lich
203414 | Zig:23   | Noticed an ancient lich
203414 | Zig:23   | Noticed an ancient lich
203415 | Zig:23   | Noticed an ancient lich
203415 | Zig:23   | Noticed an ancient lich
203415 | Zig:23   | Noticed an ancient lich
203415 | Zig:23   | Killed an ancient lich
203415 | Zig:23   | Killed an ancient lich
203416 | Zig:23   | Noticed an ancient lich
203416 | Zig:23   | Noticed an ancient lich
203416 | Zig:23   | Noticed an ancient lich
203416 | Zig:23   | Noticed an ancient lich
203416 | Zig:23   | Noticed an ancient lich
203416 | Zig:23   | Killed an ancient lich
203416 | Zig:23   | Killed an ancient lich
203416 | Zig:23   | Killed an ancient lich
203417 | Zig:23   | Noticed an ancient lich
203417 | Zig:23   | Noticed an ancient lich
203417 | Zig:23   | Noticed an ancient lich
203417 | Zig:23   | Noticed an ancient lich
203417 | Zig:23   | Noticed an ancient lich
203417 | Zig:23   | Killed an ancient lich
203417 | Zig:23   | Killed an ancient lich
203418 | Zig:23   | Noticed an ancient lich
203418 | Zig:23   | Noticed an ancient lich
203419 | Zig:23   | Noticed an ancient lich
203419 | Zig:23   | Noticed an ancient lich
203420 | Zig:23   | Noticed an ancient lich
203420 | Zig:23   | Noticed an ancient lich
203424 | Zig:23   | Noticed an ancient lich
203424 | Zig:23   | Killed an ancient lich
203424 | Zig:23   | Killed an ancient lich
203424 | Zig:23   | Noticed an ancient lich
203425 | Zig:23   | Noticed an ancient lich
203425 | Zig:23   | Killed an ancient lich
203425 | Zig:23   | Killed an ancient lich
203425 | Zig:23   | Killed an ancient lich
203425 | Zig:23   | Killed an ancient lich
203425 | Zig:23   | Killed an ancient lich
203426 | Zig:23   | Noticed an ancient lich
203426 | Zig:23   | Noticed an ancient lich
203426 | Zig:23   | Noticed an ancient lich
203426 | Zig:23   | Noticed an ancient lich
203426 | Zig:23   | Noticed an ancient lich
203426 | Zig:23   | Killed an ancient lich
203426 | Zig:23   | Killed an ancient lich
203426 | Zig:23   | Killed an ancient lich
203426 | Zig:23   | Killed an ancient lich
203426 | Zig:23   | Killed an ancient lich
203426 | Zig:23   | Killed an ancient lich
203427 | Zig:23   | Noticed an ancient lich
203427 | Zig:23   | Killed an ancient lich
203427 | Zig:23   | Killed an ancient lich
203427 | Zig:23   | Killed an ancient lich
203427 | Zig:23   | Killed an ancient lich
203427 | Zig:23   | Killed an ancient lich
203428 | Zig:23   | Noticed an ancient lich
203428 | Zig:23   | Noticed an ancient lich
203428 | Zig:23   | Killed an ancient lich
203429 | Zig:23   | Noticed an ancient lich
203429 | Zig:23   | Noticed an ancient lich
203429 | Zig:23   | Noticed an ancient lich
203429 | Zig:23   | Noticed an ancient lich
203429 | Zig:23   | Killed an ancient lich
203429 | Zig:23   | Killed an ancient lich
203429 | Zig:23   | Killed an ancient lich
203429 | Zig:23   | Killed an ancient lich
203429 | Zig:23   | Killed an ancient lich
203429 | Zig:23   | Killed an ancient lich
203430 | Zig:23   | Noticed an ancient lich
203430 | Zig:23   | Noticed an ancient lich
203431 | Zig:23   | Killed an ancient lich
203433 | Zig:23   | Noticed an ancient lich
203434 | Zig:23   | Killed an ancient lich
203435 | Zig:23   | Killed an ancient lich
203435 | Zig:23   | Killed an ancient lich
203435 | Zig:23   | Killed an ancient lich
203435 | Zig:23   | Killed an ancient lich
203436 | Zig:23   | Killed an ancient lich
203437 | Zig:23   | Noticed an ancient lich
203437 | Zig:23   | Noticed an ancient lich
203437 | Zig:23   | Killed an ancient lich
203437 | Zig:23   | Killed an ancient lich
203437 | Zig:23   | Killed an ancient lich
203438 | Zig:23   | Noticed an ancient lich
203438 | Zig:23   | Killed an ancient lich
203438 | Zig:23   | Killed an ancient lich
203439 | Zig:23   | Noticed an ancient lich
203439 | Zig:23   | Killed an ancient lich
203439 | Zig:23   | Killed an ancient lich
203440 | Zig:23   | Noticed an ancient lich
203446 | Zig:23   | Killed an ancient lich
203446 | Zig:23   | Killed an ancient lich
203447 | Zig:23   | Killed an ancient lich
203449 | Zig:23   | Killed an ancient lich
203461 | Zig:23   | Got a glittering wooden ring
203463 | Zig:23   | Identified the ring "Elom" {rCorr *Drain rElec Int+6 Slay+3} (You found it on level 23 of a ziggurat)
203466 | Zig:23   | Got a steaming bone ring
203467 | Zig:23   | Identified the ring "Axaseol" {rC+ Dex+6 Slay-4} (You found it on level 23 of a ziggurat)
203479 | Zig:23   | Got a fine hunting sling
203480 | Zig:23   | Identified the +3 hunting sling of the Assorted Beggars {velocity, +Inv rPois rC- Str+2} (You found it on level 23 of a ziggurat)
203485 | Zig:23   | Identified Sif Muna's Incunabulum of Execration
203611 | Zig:23   | Identified Orige's Handbook of Black Rites and Self-Improvement
203624 | Zig:24   | Entered Level 24 of a ziggurat
203709 | Zig:24   | Got a heavily runed lapis lazuli ring
203711 | Zig:24   | Identified the ring of Eternity {Slay+2 Stlth-} (You found it on level 24 of a ziggurat)
203724 | Zig:24   | Got a smoking golden ring
203725 | Zig:24   | Identified the cursed ring "Jeossej" {+Inv MR+ EV-2} (You found it on level 24 of a ziggurat)
203763 | Zig:24   | Got a clouded lead amulet
203764 | Zig:24   | Identified the amulet of Jery {+Rage MR- Dex+7} (You found it on level 24 of a ziggurat)
203771 | Zig:24   | Got a sparkling copper ring
203772 | Zig:24   | Identified the ring "Enweahati" {*Drain rElec AC+5 Int+3 Dex+6} (You found it on level 24 of a ziggurat)
203847 | Zig:24   | Identified the cursed +1 fire dragon scales of Daffodils {-Cast rF++ rC- MP+9 Int-5 Dex+7} (You found it on level 24 of a ziggurat)
203884 | Zig:25   | Entered Level 25 of a ziggurat
203963 | Zig:25   | Killed Edeh the pandemonium lord
204038 | Zig:25   | Identified the Catalogue of Might
204040 | Zig:25   | Got a clouded amber ring
204041 | Zig:25   | Identified the ring of Eternal Night {rElec rF- rC+++ MR- Int+3} (You found it on level 25 of a ziggurat)
204047 | Zig:25   | Got a faintly glowing golden ring
204048 | Zig:25   | Identified the ring "Valo" {*Drain rElec rPois rN++ EV+4} (You found it on level 25 of a ziggurat)
204054 | Zig:25   | Identified Purgh's Almanac of Lethal Transmutation
204191 | Zig:26   | Entered Level 26 of a ziggurat
204194 | Zig:26   | Noticed a juggernaut
204195 | Zig:26   | Noticed a juggernaut
204196 | Zig:26   | Noticed a juggernaut
204197 | Zig:26   | Noticed a juggernaut
204197 | Zig:26   | Noticed a juggernaut
204197 | Zig:26   | Noticed a juggernaut
204201 | Zig:26   | Noticed a juggernaut
204204 | Zig:26   | Noticed a juggernaut
204204 | Zig:26   | Noticed a juggernaut
204206 | Zig:26   | Noticed a juggernaut
204208 | Zig:26   | Noticed a juggernaut
204209 | Zig:26   | Noticed a juggernaut
204209 | Zig:26   | Killed a juggernaut
204209 | Zig:26   | Killed a juggernaut
204209 | Zig:26   | Killed a juggernaut
204209 | Zig:26   | Killed a juggernaut
204209 | Zig:26   | Killed a juggernaut
204210 | Zig:26   | Noticed a juggernaut
204210 | Zig:26   | Killed a juggernaut
204210 | Zig:26   | Killed a juggernaut
204210 | Zig:26   | Killed a juggernaut
204211 | Zig:26   | Noticed a juggernaut
204211 | Zig:26   | Noticed a juggernaut
204211 | Zig:26   | Killed a juggernaut
204211 | Zig:26   | Killed a juggernaut
204212 | Zig:26   | Noticed a juggernaut
204212 | Zig:26   | Noticed a juggernaut
204213 | Zig:26   | Noticed a juggernaut
204213 | Zig:26   | Noticed a juggernaut
204213 | Zig:26   | Noticed a juggernaut
204213 | Zig:26   | Killed a juggernaut
204213 | Zig:26   | Killed a juggernaut
204213 | Zig:26   | Killed a juggernaut
204213 | Zig:26   | Killed a juggernaut
204214 | Zig:26   | Noticed a juggernaut
204214 | Zig:26   | Noticed a juggernaut
204214 | Zig:26   | Noticed a juggernaut
204214 | Zig:26   | Killed a juggernaut
204214 | Zig:26   | Killed a juggernaut
204214 | Zig:26   | Killed a juggernaut
204215 | Zig:26   | Noticed a juggernaut
204215 | Zig:26   | Noticed a juggernaut
204215 | Zig:26   | Noticed a juggernaut
204219 | Zig:26   | Noticed a juggernaut
204221 | Zig:26   | Noticed a juggernaut
204222 | Zig:26   | Noticed a juggernaut
204222 | Zig:26   | Killed a juggernaut
204222 | Zig:26   | Killed a juggernaut
204222 | Zig:26   | Killed a juggernaut
204222 | Zig:26   | Killed a juggernaut
204223 | Zig:26   | Killed a juggernaut
204223 | Zig:26   | Killed a juggernaut
204223 | Zig:26   | Killed a juggernaut
204223 | Zig:26   | Killed a juggernaut
204223 | Zig:26   | Killed a juggernaut
204224 | Zig:26   | Noticed a juggernaut
204224 | Zig:26   | Noticed a juggernaut
204224 | Zig:26   | Noticed a juggernaut
204225 | Zig:26   | Noticed a juggernaut
204225 | Zig:26   | Noticed a juggernaut
204225 | Zig:26   | Noticed a juggernaut
204226 | Zig:26   | Noticed a juggernaut
204226 | Zig:26   | Noticed a juggernaut
204227 | Zig:26   | Killed a juggernaut
204228 | Zig:26   | Noticed a juggernaut
204228 | Zig:26   | Killed a juggernaut
204229 | Zig:26   | Killed a juggernaut
204229 | Zig:26   | Killed a juggernaut
204229 | Zig:26   | Killed a juggernaut
204237 | Zig:26   | Killed a juggernaut
204237 | Zig:26   | Killed a juggernaut
204237 | Zig:26   | Killed a juggernaut
204237 | Zig:26   | Killed a juggernaut
204237 | Zig:26   | Killed a juggernaut
204237 | Zig:26   | Killed a juggernaut
204237 | Zig:26   | Killed a juggernaut
204469 | Zig:27   | Entered Level 27 of a ziggurat
204469 | Zig:27   | Noticed an ancient lich
204470 | Zig:27   | Noticed an ancient lich
204471 | Zig:27   | Noticed an ancient lich
204478 | Zig:27   | Killed an ancient lich
204481 | Zig:27   | Killed an ancient lich
204482 | Zig:27   | Noticed an ancient lich
204482 | Zig:27   | Noticed an ancient lich
204483 | Zig:27   | Noticed an ancient lich
204490 | Zig:27   | Killed an ancient lich
204493 | Zig:27   | Killed an ancient lich
204493 | Zig:27   | Killed an ancient lich
204494 | Zig:27   | Killed an ancient lich
204496 | Zig:27   | Noticed an ancient lich
204497 | Zig:27   | Noticed an ancient lich
204498 | Zig:27   | Noticed an ancient lich
204498 | Zig:27   | Noticed an ancient lich
204498 | Zig:27   | Noticed an ancient lich
204499 | Zig:27   | Noticed an ancient lich
204499 | Zig:27   | Noticed an ancient lich
204499 | Zig:27   | Noticed an ancient lich
204501 | Zig:27   | Noticed an ancient lich
204504 | Zig:27   | Noticed an ancient lich
204505 | Zig:27   | Killed an ancient lich
204505 | Zig:27   | Killed an ancient lich
204506 | Zig:27   | Killed an ancient lich
204508 | Zig:27   | Noticed an ancient lich
204509 | Zig:27   | Noticed an ancient lich
204509 | Zig:27   | Killed an ancient lich
204509 | Zig:27   | Killed an ancient lich
204509 | Zig:27   | Killed an ancient lich
204510 | Zig:27   | Killed an ancient lich
204511 | Zig:27   | Noticed an ancient lich
204511 | Zig:27   | Killed an ancient lich
204511 | Zig:27   | Killed an ancient lich
204512 | Zig:27   | Noticed an ancient lich
204512 | Zig:27   | Noticed an ancient lich
204512 | Zig:27   | Noticed an ancient lich
204513 | Zig:27   | Noticed an ancient lich
204513 | Zig:27   | Noticed an ancient lich
204513 | Zig:27   | Killed an ancient lich
204516 | Zig:27   | Killed an ancient lich
204520 | Zig:27   | Killed an ancient lich
204521 | Zig:27   | Killed an ancient lich
204522 | Zig:27   | Killed an ancient lich
204522 | Zig:27   | Killed an ancient lich
204522 | Zig:27   | Killed an ancient lich
204523 | Zig:27   | Killed an ancient lich
204526 | Zig:27   | Noticed an ancient lich
204526 | Zig:27   | Killed an ancient lich
204528 | Zig:27   | Noticed an ancient lich
204537 | Zig:27   | Killed an ancient lich
204539 | Zig:27   | Noticed an ancient lich
204540 | Zig:27   | Killed an ancient lich
204541 | Zig:27   | Killed an ancient lich
204570 | Zig:27   | Got an ichor-stained hand crossbow
204571 | Zig:27   | Identified the cursed +3 hand crossbow of Eternal Night {elec, +Blink} (You found it on level 27 of a ziggurat)
204584 | Zig:27   | Identified the Reference Book on Enchanting Dark Arts
204779 | Depths:2 | Got a pair of steaming gloves
204780 | Depths:2 | Identified the +2 pair of gloves "Dena" {rElec} (You acquired it on level 2 of the Depths)
204807 | Zig:1    | Entered Level 1 of a ziggurat
204807 | Zig:1    | Noticed a greater mummy
204807 | Zig:1    | Noticed a greater mummy
204813 | Zig:1    | Killed a greater mummy
204814 | Zig:1    | Killed a greater mummy
204834 | Zig:2    | Entered Level 2 of a ziggurat
204880 | Zig:3    | Entered Level 3 of a ziggurat
204917 | Zig:4    | Entered Level 4 of a ziggurat
204917 | Zig:4    | Noticed a juggernaut
204917 | Zig:4    | Noticed a juggernaut
204917 | Zig:4    | Noticed a juggernaut
204917 | Zig:4    | Noticed a juggernaut
204917 | Zig:4    | Noticed a juggernaut
204925 | Zig:4    | Noticed a juggernaut
204925 | Zig:4    | Killed a juggernaut
204926 | Zig:4    | Killed a juggernaut
204926 | Zig:4    | Killed a juggernaut
204927 | Zig:4    | Killed a juggernaut
204927 | Zig:4    | Killed a juggernaut
204931 | Zig:4    | Killed a juggernaut
205015 | Zig:5    | Entered Level 5 of a ziggurat
205104 | Zig:6    | Entered Level 6 of a ziggurat
205237 | Zig:7    | Entered Level 7 of a ziggurat
205407 | Zig:8    | Entered Level 8 of a ziggurat
205455 | Zig:8    | Got a warped hand crossbow
205456 | Zig:8    | Identified the +9 hand crossbow "Estan" {velocity, Int+3} (You found it on level 8 of a ziggurat)
205527 | Zig:9    | Entered Level 9 of a ziggurat
205527 | Zig:9    | Noticed a juggernaut
205527 | Zig:9    | Noticed a juggernaut
205527 | Zig:9    | Noticed a juggernaut
205530 | Zig:9    | Noticed a juggernaut
205539 | Zig:9    | Noticed a juggernaut
205541 | Zig:9    | Killed a juggernaut
205541 | Zig:9    | Killed a juggernaut
205541 | Zig:9    | Killed a juggernaut
205541 | Zig:9    | Killed a juggernaut
205542 | Zig:9    | Noticed a juggernaut
205543 | Zig:9    | Noticed a juggernaut
205543 | Zig:9    | Killed a juggernaut
205544 | Zig:9    | Noticed a juggernaut
205545 | Zig:9    | Noticed a juggernaut
205545 | Zig:9    | Noticed a juggernaut
205545 | Zig:9    | Noticed a juggernaut
205545 | Zig:9    | Noticed a juggernaut
205545 | Zig:9    | Killed a juggernaut
205545 | Zig:9    | Killed a juggernaut
205546 | Zig:9    | Noticed a juggernaut
205546 | Zig:9    | Noticed a juggernaut
205546 | Zig:9    | Noticed a juggernaut
205547 | Zig:9    | Noticed a juggernaut
205547 | Zig:9    | Noticed a juggernaut
205552 | Zig:9    | Killed a juggernaut
205552 | Zig:9    | Killed a juggernaut
205552 | Zig:9    | Killed a juggernaut
205553 | Zig:9    | Killed a juggernaut
205553 | Zig:9    | Killed a juggernaut
205553 | Zig:9    | Killed a juggernaut
205553 | Zig:9    | Killed a juggernaut
205553 | Zig:9    | Killed a juggernaut
205554 | Zig:9    | Killed a juggernaut
205554 | Zig:9    | Killed a juggernaut
205709 | Zig:10   | Entered Level 10 of a ziggurat
205782 | Zig:10   | Identified Asmodeus's Papyrus of Fire
205858 | Zig:11   | Entered Level 11 of a ziggurat
205912 | Zig:11   | Identified the cursed +1 crystal plate armour of the Moon {rF- Str+7 Dex+2} (You found it on level 11 of a ziggurat)
206037 | Zig:12   | Entered Level 12 of a ziggurat
206037 | Zig:12   | Noticed a greater mummy
206037 | Zig:12   | Noticed a greater mummy
206037 | Zig:12   | Noticed a greater mummy
206037 | Zig:12   | Noticed a greater mummy
206037 | Zig:12   | Noticed a greater mummy
206037 | Zig:12   | Noticed a greater mummy
206037 | Zig:12   | Noticed a greater mummy
206037 | Zig:12   | Noticed a greater mummy
206040 | Zig:12   | Noticed a greater mummy
206040 | Zig:12   | Noticed a greater mummy
206043 | Zig:12   | Killed a greater mummy
206043 | Zig:12   | Killed a greater mummy
206044 | Zig:12   | Noticed a greater mummy
206044 | Zig:12   | Noticed a greater mummy
206044 | Zig:12   | Noticed a greater mummy
206044 | Zig:12   | Noticed a greater mummy
206044 | Zig:12   | Killed a greater mummy
206044 | Zig:12   | Killed a greater mummy
206045 | Zig:12   | Noticed a greater mummy
206045 | Zig:12   | Killed a greater mummy
206047 | Zig:12   | Noticed a greater mummy
206049 | Zig:12   | Killed a greater mummy
206050 | Zig:12   | Killed a greater mummy
206052 | Zig:12   | Noticed a greater mummy
206052 | Zig:12   | Killed a greater mummy
206054 | Zig:12   | Noticed a greater mummy
206054 | Zig:12   | Noticed a greater mummy
206054 | Zig:12   | Killed a greater mummy
206054 | Zig:12   | Killed a greater mummy
206054 | Zig:12   | Killed a greater mummy
206054 | Zig:12   | Killed a greater mummy
206055 | Zig:12   | Noticed a greater mummy
206057 | Zig:12   | Noticed a greater mummy
206057 | Zig:12   | Noticed a greater mummy
206057 | Zig:12   | Noticed a greater mummy
206057 | Zig:12   | Noticed a greater mummy
206058 | Zig:12   | Killed a greater mummy
206059 | Zig:12   | Killed a greater mummy
206061 | Zig:12   | Killed a greater mummy
206061 | Zig:12   | Killed a greater mummy
206062 | Zig:12   | Killed a greater mummy
206062 | Zig:12   | Killed a greater mummy
206063 | Zig:12   | Noticed a greater mummy
206063 | Zig:12   | Noticed a greater mummy
206063 | Zig:12   | Killed a greater mummy
206064 | Zig:12   | Noticed a greater mummy
206064 | Zig:12   | Killed a greater mummy
206064 | Zig:12   | Killed a greater mummy
206072 | Zig:12   | Killed a greater mummy
206072 | Zig:12   | Killed a greater mummy
206072 | Zig:12   | Killed a greater mummy
206074 | Zig:12   | Killed a greater mummy
206074 | Zig:12   | Killed a greater mummy
206074 | Zig:12   | Killed a greater mummy
206084 | Zig:12   | Noticed a greater mummy
206089 | Zig:12   | Killed a greater mummy
206183 | Zig:13   | Entered Level 13 of a ziggurat
206183 | Zig:13   | Noticed a greater mummy
206183 | Zig:13   | Noticed a greater mummy
206183 | Zig:13   | Noticed a greater mummy
206183 | Zig:13   | Noticed a greater mummy
206183 | Zig:13   | Noticed a greater mummy
206183 | Zig:13   | Noticed a greater mummy
206187 | Zig:13   | Noticed a greater mummy
206187 | Zig:13   | Noticed a greater mummy
206188 | Zig:13   | Noticed a greater mummy
206189 | Zig:13   | Noticed a greater mummy
206189 | Zig:13   | Killed a greater mummy
206189 | Zig:13   | Killed a greater mummy
206190 | Zig:13   | Killed a greater mummy
206191 | Zig:13   | Noticed a greater mummy
206193 | Zig:13   | Noticed a greater mummy
206193 | Zig:13   | Noticed a greater mummy
206194 | Zig:13   | Noticed a greater mummy
206195 | Zig:13   | Killed a greater mummy
206196 | Zig:13   | Killed a greater mummy
206196 | Zig:13   | Killed a greater mummy
206197 | Zig:13   | Killed a greater mummy
206197 | Zig:13   | Killed a greater mummy
206198 | Zig:13   | Noticed a greater mummy
206198 | Zig:13   | Noticed a greater mummy
206198 | Zig:13   | Killed a greater mummy
206198 | Zig:13   | Killed a greater mummy
206199 | Zig:13   | Noticed a greater mummy
206199 | Zig:13   | Noticed a greater mummy
206200 | Zig:13   | Killed a greater mummy
206201 | Zig:13   | Killed a greater mummy
206201 | Zig:13   | Killed a greater mummy
206201 | Zig:13   | Killed a greater mummy
206203 | Zig:13   | Noticed a greater mummy
206203 | Zig:13   | Noticed a greater mummy
206203 | Zig:13   | Noticed a greater mummy
206203 | Zig:13   | Noticed a greater mummy
206204 | Zig:13   | Noticed a greater mummy
206207 | Zig:13   | Noticed a greater mummy
206207 | Zig:13   | Killed a greater mummy
206207 | Zig:13   | Killed a greater mummy
206208 | Zig:13   | Killed a greater mummy
206209 | Zig:13   | Noticed a greater mummy
206209 | Zig:13   | Killed a greater mummy
206209 | Zig:13   | Killed a greater mummy
206209 | Zig:13   | Killed a greater mummy
206210 | Zig:13   | Noticed a greater mummy
206211 | Zig:13   | Noticed a greater mummy
206211 | Zig:13   | Killed a greater mummy
206211 | Zig:13   | Killed a greater mummy
206212 | Zig:13   | Noticed a greater mummy
206212 | Zig:13   | Noticed a greater mummy
206212 | Zig:13   | Noticed a greater mummy
206213 | Zig:13   | Noticed a greater mummy
206214 | Zig:13   | Killed a greater mummy
206215 | Zig:13   | Killed a greater mummy
206216 | Zig:13   | Noticed a greater mummy
206216 | Zig:13   | Killed a greater mummy
206216 | Zig:13   | Killed a greater mummy
206218 | Zig:13   | Killed a greater mummy
206218 | Zig:13   | Killed a greater mummy
206218 | Zig:13   | Killed a greater mummy
206218 | Zig:13   | Killed a greater mummy
206222 | Zig:13   | Killed a greater mummy
206223 | Zig:13   | Killed a greater mummy
206360 | Zig:14   | Entered Level 14 of a ziggurat
206591 | Zig:15   | Entered Level 15 of a ziggurat
206609 | Zig:15   | Killed an ancient lich
206738 | Zig:15   | Identified the Reference Book on Spatial Heat
206740 | Zig:15   | Got a twitching steel ring
206742 | Zig:15   | Identified the ring "Xuaryo" {rPois rF+ rC+ Str+3} (You found it on level 15 of a ziggurat)
206852 | Zig:16   | Entered Level 16 of a ziggurat
206916 | Zig:16   | Got an encrusted hand crossbow
206917 | Zig:16   | Identified the +7 hand crossbow of Motuora {freeze, rElec Str+3} (You found it on level 16 of a ziggurat)
206925 | Zig:16   | Identified Deawkask's Compendium of Heat and the Entourage
206932 | Zig:16   | Got a brightly glowing emerald amulet
206933 | Zig:16   | Identified the amulet "Gosteesuec" {-Tele +Rage Dex+8} (You found it on level 16 of a ziggurat)
207080 | Zig:17   | Entered Level 17 of a ziggurat
207368 | Zig:18   | Entered Level 18 of a ziggurat
207427 | Zig:18   | Got a faintly glowing golden ring
207429 | Zig:18   | Identified the ring "Tein" {Wiz Int+2} (You found it on level 18 of a ziggurat)
207441 | Zig:18   | Got a clouded bronze ring
207442 | Zig:18   | Identified the ring "Eczax" {rC++ MP+9 Slay-4 SInv Stlth+} (You found it on level 18 of a ziggurat)
207473 | Zig:18   | Got a glittering ivory ring
207474 | Zig:18   | Identified the ring of Pride {MR++ Str+10 Int+2} (You found it on level 18 of a ziggurat)
207599 | Zig:19   | Entered Level 19 of a ziggurat
207669 | Zig:19   | Identified the +5 gold dragon scales of Dyspraxia {rPois rF+ rC+ Dex+3 Slay+3} (You found it on level 19 of a ziggurat)
207673 | Zig:19   | Identified the Papyrus of the Twisted Traveller
207677 | Zig:19   | Identified Doem's Tome of Fiery Augmentations
207703 | Zig:19   | Got a fine wooden ring
207705 | Zig:19   | Identified the ring "Olahuesais" {rElec rC+} (You found it on level 19 of a ziggurat)
207836 | Zig:20   | Entered Level 20 of a ziggurat
207906 | Zig:20   | Got a wavering garnet amulet
207907 | Zig:20   | Identified the amulet "Huaruot" {Spirit rPois rF+ Slay+3} (You found it on level 20 of a ziggurat)
207921 | Zig:20   | Got a faintly glowing glass ring
207923 | Zig:20   | Identified the ring of Accord {*Corrode +Fly rPois MR- SInv} (You found it on level 20 of a ziggurat)
207933 | Zig:20   | Identified the +4 cloak "Ryim" {Str+7} (You found it on level 20 of a ziggurat)
207937 | Zig:20   | Got a pitted jade amulet
207938 | Zig:20   | Identified the amulet "Bizikon" {Reflect MR+ Str+3 SH+3} (You found it on level 20 of a ziggurat)
207940 | Zig:20   | Identified the +0 pair of gloves of Jusoixeh {rPois rF+} (You found it on level 20 of a ziggurat)
208171 | Zig:21   | Entered Level 21 of a ziggurat
208458 | Zig:21   | Got an ancient hand crossbow
208459 | Zig:21   | Identified the +4 hand crossbow of Arrival {speed, rF- MR+ Stlth+} (You found it on level 21 of a ziggurat)
208519 | Zig:22   | Entered Level 22 of a ziggurat
208598 | Zig:22   | Got a smoking graven amulet
208599 | Zig:22   | Identified the amulet of Umon {Spirit Int+5} (You found it on level 22 of a ziggurat)
208617 | Zig:22   | Got a transparent crystal amulet
208618 | Zig:22   | Identified the amulet "Ganwarots" {RegenMP rC++} (You found it on level 22 of a ziggurat)
208629 | Zig:22   | Got a bloodstained hunting sling
208630 | Zig:22   | Identified the +8 hunting sling "Mannu" {flame, +Blink rElec rN++ MP+9 Int-3} (You found it on level 22 of a ziggurat)
208633 | Zig:22   | Identified the +8 gold dragon scales of Hepliaklqana's Esteem {rPois rF+ rC+ Regen+} (You found it on level 22 of a ziggurat)
208653 | Zig:22   | Got a fine hunting sling
208654 | Zig:22   | Identified the +5 hunting sling of Virtue {speed, rPois rN+++ Str-5 Stlth+} (You found it on level 22 of a ziggurat)
208839 | Zig:23   | Entered Level 23 of a ziggurat
208843 | Zig:23   | Noticed a greater mummy
208846 | Zig:23   | Noticed a greater mummy
208846 | Zig:23   | Noticed a greater mummy
208847 | Zig:23   | Noticed a greater mummy
208848 | Zig:23   | Noticed a greater mummy
208851 | Zig:23   | Noticed a greater mummy
208851 | Zig:23   | Noticed a greater mummy
208851 | Zig:23   | Killed a greater mummy
208852 | Zig:23   | Noticed a greater mummy
208853 | Zig:23   | Killed a greater mummy
208854 | Zig:23   | Noticed a greater mummy
208854 | Zig:23   | Noticed a greater mummy
208854 | Zig:23   | Noticed a greater mummy
208855 | Zig:23   | Noticed a greater mummy
208856 | Zig:23   | Killed a greater mummy
208857 | Zig:23   | Noticed a greater mummy
208858 | Zig:23   | Noticed a greater mummy
208858 | Zig:23   | Killed a greater mummy
208858 | Zig:23   | Killed a greater mummy
208859 | Zig:23   | Killed a greater mummy
208860 | Zig:23   | Killed a greater mummy
208861 | Zig:23   | Noticed a greater mummy
208861 | Zig:23   | Noticed a greater mummy
208861 | Zig:23   | Noticed a greater mummy
208862 | Zig:23   | Noticed a greater mummy
208862 | Zig:23   | Killed a greater mummy
208862 | Zig:23   | Killed a greater mummy
208864 | Zig:23   | Noticed a greater mummy
208864 | Zig:23   | Noticed a greater mummy
208864 | Zig:23   | Noticed a greater mummy
208864 | Zig:23   | Noticed a greater mummy
208866 | Zig:23   | Noticed a greater mummy
208866 | Zig:23   | Noticed a greater mummy
208866 | Zig:23   | Noticed a greater mummy
208867 | Zig:23   | Noticed a greater mummy
208868 | Zig:23   | Killed a greater mummy
208868 | Zig:23   | Killed a greater mummy
208868 | Zig:23   | Killed a greater mummy
208868 | Zig:23   | Killed a greater mummy
208869 | Zig:23   | Noticed a greater mummy
208870 | Zig:23   | Noticed a greater mummy
208870 | Zig:23   | Killed a greater mummy
208870 | Zig:23   | Killed a greater mummy
208870 | Zig:23   | Killed a greater mummy
208871 | Zig:23   | Noticed a greater mummy
208871 | Zig:23   | Noticed a greater mummy
208871 | Zig:23   | Killed a greater mummy
208871 | Zig:23   | Killed a greater mummy
208872 | Zig:23   | Noticed a greater mummy
208872 | Zig:23   | Killed a greater mummy
208872 | Zig:23   | Killed a greater mummy
208872 | Zig:23   | Killed a greater mummy
208872 | Zig:23   | Killed a greater mummy
208872 | Zig:23   | Killed a greater mummy
208872 | Zig:23   | Killed a greater mummy
208873 | Zig:23   | Noticed a greater mummy
208873 | Zig:23   | Noticed a greater mummy
208874 | Zig:23   | Killed a greater mummy
208874 | Zig:23   | Killed a greater mummy
208875 | Zig:23   | Noticed a greater mummy
208875 | Zig:23   | Killed a greater mummy
208877 | Zig:23   | Noticed a greater mummy
208877 | Zig:23   | Noticed a greater mummy
208877 | Zig:23   | Noticed a greater mummy
208877 | Zig:23   | Noticed a greater mummy
208878 | Zig:23   | Killed a greater mummy
208878 | Zig:23   | Killed a greater mummy
208880 | Zig:23   | Killed a greater mummy
208880 | Zig:23   | Killed a greater mummy
208881 | Zig:23   | Noticed a greater mummy
208881 | Zig:23   | Noticed a greater mummy
208881 | Zig:23   | Noticed a greater mummy
208881 | Zig:23   | Killed a greater mummy
208882 | Zig:23   | Noticed a greater mummy
208882 | Zig:23   | Noticed a greater mummy
208882 | Zig:23   | Killed a greater mummy
208882 | Zig:23   | Killed a greater mummy
208882 | Zig:23   | Killed a greater mummy
208884 | Zig:23   | Noticed a greater mummy
208885 | Zig:23   | Noticed a greater mummy
208886 | Zig:23   | Noticed a greater mummy
208886 | Zig:23   | Killed a greater mummy
208889 | Zig:23   | Noticed a greater mummy
208889 | Zig:23   | Noticed a greater mummy
208889 | Zig:23   | Noticed a greater mummy
208889 | Zig:23   | Killed a greater mummy
208889 | Zig:23   | Killed a greater mummy
208890 | Zig:23   | Noticed a greater mummy
208890 | Zig:23   | Killed a greater mummy
208891 | Zig:23   | Noticed a greater mummy
208891 | Zig:23   | Killed a greater mummy
208892 | Zig:23   | Noticed a greater mummy
208892 | Zig:23   | Killed a greater mummy
208893 | Zig:23   | Killed a greater mummy
208894 | Zig:23   | Noticed a greater mummy
208894 | Zig:23   | Noticed a greater mummy
208894 | Zig:23   | Killed a greater mummy
208894 | Zig:23   | Killed a greater mummy
208895 | Zig:23   | Killed a greater mummy
208895 | Zig:23   | Killed a greater mummy
208896 | Zig:23   | Noticed a greater mummy
208896 | Zig:23   | Noticed a greater mummy
208896 | Zig:23   | Noticed a greater mummy
208896 | Zig:23   | Noticed a greater mummy
208896 | Zig:23   | Noticed a greater mummy
208898 | Zig:23   | Killed a greater mummy
208899 | Zig:23   | Noticed a greater mummy
208899 | Zig:23   | Noticed a greater mummy
208900 | Zig:23   | Killed a greater mummy
208901 | Zig:23   | Killed a greater mummy
208901 | Zig:23   | Killed a greater mummy
208901 | Zig:23   | Killed a greater mummy
208901 | Zig:23   | Killed a greater mummy
208902 | Zig:23   | Noticed a greater mummy
208902 | Zig:23   | Killed a greater mummy
208903 | Zig:23   | Noticed a greater mummy
208903 | Zig:23   | Killed a greater mummy
208903 | Zig:23   | Killed a greater mummy
208904 | Zig:23   | Noticed a greater mummy
208904 | Zig:23   | Noticed a greater mummy
208904 | Zig:23   | Noticed a greater mummy
208904 | Zig:23   | Noticed a greater mummy
208904 | Zig:23   | Noticed a greater mummy
208904 | Zig:23   | Killed a greater mummy
208904 | Zig:23   | Killed a greater mummy
208904 | Zig:23   | Killed a greater mummy
208905 | Zig:23   | Noticed a greater mummy
208905 | Zig:23   | Killed a greater mummy
208905 | Zig:23   | Killed a greater mummy
208906 | Zig:23   | Noticed a greater mummy
208908 | Zig:23   | Noticed a greater mummy
208908 | Zig:23   | Killed a greater mummy
208909 | Zig:23   | Killed a greater mummy
208912 | Zig:23   | Killed a greater mummy
208913 | Zig:23   | Killed a greater mummy
208913 | Zig:23   | Killed a greater mummy
208914 | Zig:23   | Killed a greater mummy
208914 | Zig:23   | Killed a greater mummy
208914 | Zig:23   | Killed a greater mummy
208914 | Zig:23   | Killed a greater mummy
208915 | Zig:23   | Killed a greater mummy
208916 | Zig:23   | Noticed a greater mummy
208916 | Zig:23   | Killed a greater mummy
208921 | Zig:23   | Killed a greater mummy
208922 | Zig:23   | Noticed a greater mummy
208923 | Zig:23   | Noticed a greater mummy
208923 | Zig:23   | Noticed a greater mummy
208929 | Zig:23   | Killed a greater mummy
208929 | Zig:23   | Killed a greater mummy
208930 | Zig:23   | Killed a greater mummy
208944 | Zig:23   | Got a twitching steel ring
208946 | Zig:23   | Identified the ring of Ecrammu {rCorr rElec rPois rN+ MP+9} (You found it on level 23 of a ziggurat)
208951 | Zig:23   | Got a steaming brass ring
208952 | Zig:23   | Identified the ring "Dosoqaiq" {+Fly rF+ rC+ MR+ Int+5} (You found it on level 23 of a ziggurat)
208984 | Zig:23   | Got a scorched granite ring
208985 | Zig:23   | Identified the ring "Vuighupi" {Fire rElec SInv} (You found it on level 23 of a ziggurat)
209020 | Zig:23   | Got a flickering diamond amulet
209021 | Zig:23   | Identified the amulet of Maoluesh {Gourm *Slow MR+++ Dex-5 Stlth+} (You found it on level 23 of a ziggurat)
209026 | Zig:23   | Identified the Compendium of Fire
209142 | Zig:24   | Entered Level 24 of a ziggurat
209157 | Zig:24   | Noticed an ancient lich
209157 | Zig:24   | Noticed an ancient lich
209159 | Zig:24   | Noticed an ancient lich
209159 | Zig:24   | Noticed an ancient lich
209159 | Zig:24   | Noticed an ancient lich
209159 | Zig:24   | Noticed an ancient lich
209159 | Zig:24   | Noticed an ancient lich
209160 | Zig:24   | Noticed an ancient lich
209161 | Zig:24   | Noticed an ancient lich
209161 | Zig:24   | Noticed an ancient lich
209161 | Zig:24   | Noticed an ancient lich
209161 | Zig:24   | Noticed an ancient lich
209161 | Zig:24   | Noticed an ancient lich
209161 | Zig:24   | Killed an ancient lich
209161 | Zig:24   | Killed an ancient lich
209162 | Zig:24   | Noticed an ancient lich
209163 | Zig:24   | Noticed an ancient lich
209163 | Zig:24   | Noticed an ancient lich
209163 | Zig:24   | Noticed an ancient lich
209164 | Zig:24   | Noticed an ancient lich
209164 | Zig:24   | Noticed an ancient lich
209165 | Zig:24   | Noticed an ancient lich
209169 | Zig:24   | Killed an ancient lich
209169 | Zig:24   | Killed an ancient lich
209170 | Zig:24   | Noticed an ancient lich
209170 | Zig:24   | Noticed an ancient lich
209170 | Zig:24   | Noticed an ancient lich
209171 | Zig:24   | Killed an ancient lich
209171 | Zig:24   | Killed an ancient lich
209172 | Zig:24   | Killed an ancient lich
209172 | Zig:24   | Killed an ancient lich
209173 | Zig:24   | Noticed an ancient lich
209173 | Zig:24   | Noticed an ancient lich
209173 | Zig:24   | Killed an ancient lich
209173 | Zig:24   | Killed an ancient lich
209174 | Zig:24   | Noticed an ancient lich
209174 | Zig:24   | Noticed an ancient lich
209174 | Zig:24   | Noticed an ancient lich
209174 | Zig:24   | Killed an ancient lich
209174 | Zig:24   | Killed an ancient lich
209174 | Zig:24   | Killed an ancient lich
209174 | Zig:24   | Killed an ancient lich
209174 | Zig:24   | Killed an ancient lich
209175 | Zig:24   | Noticed an ancient lich
209175 | Zig:24   | Killed an ancient lich
209175 | Zig:24   | Killed an ancient lich
209176 | Zig:24   | Noticed an ancient lich
209176 | Zig:24   | Noticed an ancient lich
209176 | Zig:24   | Noticed an ancient lich
209176 | Zig:24   | Noticed an ancient lich
209176 | Zig:24   | Noticed an ancient lich
209176 | Zig:24   | Noticed an ancient lich
209176 | Zig:24   | Noticed an ancient lich
209176 | Zig:24   | Noticed an ancient lich
209176 | Zig:24   | Noticed an ancient lich
209177 | Zig:24   | Noticed an ancient lich
209177 | Zig:24   | Noticed an ancient lich
209177 | Zig:24   | Noticed an ancient lich
209177 | Zig:24   | Noticed an ancient lich
209177 | Zig:24   | Noticed an ancient lich
209178 | Zig:24   | Noticed an ancient lich
209179 | Zig:24   | Noticed an ancient lich
209179 | Zig:24   | Killed an ancient lich
209180 | Zig:24   | Killed an ancient lich
209181 | Zig:24   | Killed an ancient lich
209184 | Zig:24   | Noticed an ancient lich
209185 | Zig:24   | Noticed an ancient lich
209185 | Zig:24   | Killed an ancient lich
209186 | Zig:24   | Killed an ancient lich
209187 | Zig:24   | Noticed an ancient lich
209188 | Zig:24   | Noticed an ancient lich
209188 | Zig:24   | Noticed an ancient lich
209188 | Zig:24   | Killed an ancient lich
209188 | Zig:24   | Killed an ancient lich
209188 | Zig:24   | Killed an ancient lich
209188 | Zig:24   | Killed an ancient lich
209188 | Zig:24   | Killed an ancient lich
209188 | Zig:24   | Killed an ancient lich
209188 | Zig:24   | Killed an ancient lich
209188 | Zig:24   | Killed an ancient lich
209189 | Zig:24   | Killed an ancient lich
209189 | Zig:24   | Killed an ancient lich
209189 | Zig:24   | Killed an ancient lich
209190 | Zig:24   | Noticed an ancient lich
209190 | Zig:24   | Killed an ancient lich
209190 | Zig:24   | Killed an ancient lich
209190 | Zig:24   | Killed an ancient lich
209190 | Zig:24   | Killed an ancient lich
209190 | Zig:24   | Killed an ancient lich
209191 | Zig:24   | Killed an ancient lich
209194 | Zig:24   | Noticed an ancient lich
209198 | Zig:24   | Killed an ancient lich
209198 | Zig:24   | Killed an ancient lich
209199 | Zig:24   | Killed an ancient lich
209199 | Zig:24   | Killed an ancient lich
209199 | Zig:24   | Killed an ancient lich
209201 | Zig:24   | Killed an ancient lich
209204 | Zig:24   | Killed an ancient lich
209205 | Zig:24   | Killed an ancient lich
209205 | Zig:24   | Killed an ancient lich
209206 | Zig:24   | Killed an ancient lich
209206 | Zig:24   | Killed an ancient lich
209206 | Zig:24   | Killed an ancient lich
209207 | Zig:24   | Killed an ancient lich
209254 | Zig:24   | Identified Sif Muna's Catalogue of Flying Enhancements
209281 | Zig:24   | Identified the Compendium of Lucky Earth
209487 | Zig:24   | Got an ancient fustibalus
209488 | Zig:24   | Identified the +11 fustibalus of a ziggurat {speed, rC+ SInv} (You found it on level 24 of a ziggurat)
209494 | Zig:24   | Got a crude fustibalus
209495 | Zig:24   | Identified the +6 fustibalus of Bugulor {freeze, *Drain rElec rF+} (You found it on level 24 of a ziggurat)
209510 | Zig:25   | Entered Level 25 of a ziggurat
209591 | Zig:25   | Got a shimmering graven amulet
209592 | Zig:25   | Identified the amulet of Teun {Reflect *Slow rPois Str+3 Int+4 SH+3} (You found it on level 25 of a ziggurat)
209596 | Zig:25   | Got a heavily runed amber ring
209597 | Zig:25   | Identified the ring "Qoediz" {rPois rC- MP+9 Str+4} (You found it on level 25 of a ziggurat)
209607 | Zig:25   | Identified the cursed +0 cloak of Classification {Str+4 Dex+5 Stlth+} (You found it on level 25 of a ziggurat)
209951 | Zig:26   | Entered Level 26 of a ziggurat
210027 | Zig:26   | Got a coiled jade ring
210028 | Zig:26   | Identified the ring of Sewul {rF- rN+++ EV+2 Int+4 SInv} (You found it on level 26 of a ziggurat)
210033 | Zig:26   | Got a faintly glowing glass ring
210034 | Zig:26   | Identified the cursed ring "Tibb" {rPois Int-2 Dex+2} (You found it on level 26 of a ziggurat)
210045 | Zig:26   | Identified the +1 cloak of the Will of the Gods {Stlth+} (You found it on level 26 of a ziggurat)
210053 | Zig:26   | Identified the +0 pair of gloves of the Aged Blessings {rElec Regen+ Dex+4} (You found it on level 26 of a ziggurat)
210066 | Zig:26   | Got a fine bone ring
210067 | Zig:26   | Identified the ring of Coronation {rF+ MR++ Int+2} (You found it on level 26 of a ziggurat)
210074 | Zig:26   | Identified the Handbook of the Virous Entourage
210200 | Zig:27   | Entered Level 27 of a ziggurat
210297 | Zig:27   | Got a transparent garnet amulet
210298 | Zig:27   | Identified the amulet of Pantheism {Harm *Drain Str+2} (You found it on level 27 of a ziggurat)
210303 | Zig:27   | Got a brightly glowing amber ring
210305 | Zig:27   | Identified the ring of Res Nullius {Str+4 Slay+4} (You found it on level 27 of a ziggurat)
210313 | Zig:27   | Got a heavily runed amber ring
210322 | Zig:27   | Got a pitted brass ring
210323 | Zig:27   | Identified the ring of the City {rElec rN+ Str+4 Int+4 Dex+3} (You found it on level 27 of a ziggurat)
210336 | Zig:27   | Identified the Catalogue of Heat
210375 | Zig:27   | Got a scintillating granite ring
210376 | Zig:27   | Identified the ring of Elyvilon's Regard {+Inv rPois MR+ AC+5 Str-3} (You found it on level 27 of a ziggurat)
210387 | Zig:27   | Got a glittering pewter ring
210388 | Zig:27   | Identified the ring of Conversion {rPois rF+ SInv Stlth+} (You found it on level 27 of a ziggurat)
210394 | Zig:27   | Identified the Reference Book on Glamour and Clay
210746 | Depths:2 | Identified the +2 pair of boots of Xuor {rN+} (You acquired it on level 2 of the Depths)
210747 | Depths:2 | Identified the +1 pair of gloves "Tedghoel" {rC- rN+ Regen+ Str+3} (You acquired it on level 2 of the Depths)
210798 | Zig:1    | Entered Level 1 of a ziggurat
210831 | Zig:2    | Entered Level 2 of a ziggurat
210883 | Zig:3    | Entered Level 3 of a ziggurat
210883 | Zig:3    | Noticed an ancient lich
210883 | Zig:3    | Noticed an ancient lich
210883 | Zig:3    | Noticed an ancient lich
210885 | Zig:3    | Noticed an ancient lich
210890 | Zig:3    | Killed an ancient lich
210894 | Zig:3    | Killed an ancient lich
210894 | Zig:3    | Killed an ancient lich
210904 | Zig:3    | Killed an ancient lich
210912 | Zig:3    | Identified the Guide on Boosts and Malediction
210944 | Zig:4    | Entered Level 4 of a ziggurat
211061 | Zig:5    | Entered Level 5 of a ziggurat
211061 | Zig:5    | Noticed a greater mummy
211061 | Zig:5    | Noticed a greater mummy
211061 | Zig:5    | Noticed a greater mummy
211066 | Zig:5    | Killed a greater mummy
211067 | Zig:5    | Noticed a greater mummy
211067 | Zig:5    | Killed a greater mummy
211067 | Zig:5    | Killed a greater mummy
211068 | Zig:5    | Killed a greater mummy
211072 | Zig:5    | Noticed a greater mummy
211072 | Zig:5    | Killed a greater mummy
211073 | Zig:5    | Noticed a greater mummy
211075 | Zig:5    | Killed a greater mummy
211078 | Zig:5    | Noticed a greater mummy
211078 | Zig:5    | Killed a greater mummy
211081 | Zig:5    | Killed a greater mummy
211133 | Zig:6    | Entered Level 6 of a ziggurat
211167 | Zig:6    | Identified the Papyrus of the Torrid Compass
211170 | Zig:6    | Got a wavering marble ring
211172 | Zig:6    | Identified the ring of Cecoaj {+Fly Str+3 Stlth+} (You found it on level 6 of a ziggurat)
211238 | Zig:7    | Entered Level 7 of a ziggurat
211273 | Zig:7    | Identified the Tome of Torrid Boosts
211357 | Zig:8    | Entered Level 8 of a ziggurat
211387 | Zig:8    | Noticed Gilub the pandemonium lord
211388 | Zig:8    | Killed Gilub the pandemonium lord
211507 | Zig:9    | Entered Level 9 of a ziggurat
211700 | Zig:10   | Entered Level 10 of a ziggurat
211755 | Zig:10   | Got a transparent marble ring
211769 | Zig:10   | Got a bloodstained hunting sling
211770 | Zig:10   | Identified the +1 hunting sling "Wiekk" {velocity, +Fly rPois MR- Stlth-} (You found it on level 10 of a ziggurat)
211968 | Zig:11   | Entered Level 11 of a ziggurat
211968 | Zig:11   | Noticed Siuharisch the pandemonium lord
211968 | Zig:11   | Noticed Ohoaryna the pandemonium lord
211968 | Zig:11   | Noticed Rookkuq the pandemonium lord
211968 | Zig:11   | Noticed Kiyhuan the pandemonium lord
211975 | Zig:11   | Noticed Heiph the pandemonium lord
211975 | Zig:11   | Noticed Rorghal the pandemonium lord
211977 | Zig:11   | Noticed Weqemol the pandemonium lord
211978 | Zig:11   | Noticed Ruafi the pandemonium lord
211978 | Zig:11   | Killed Heiph the pandemonium lord
211980 | Zig:11   | Noticed Fif Leagg the pandemonium lord
211981 | Zig:11   | Noticed Meam the pandemonium lord
211983 | Zig:11   | Noticed Foudoi the pandemonium lord
211986 | Zig:11   | Noticed Nuor Qoul the pandemonium lord
211987 | Zig:11   | Killed Rorghal the pandemonium lord
211988 | Zig:11   | Noticed Koptiush the pandemonium lord
211989 | Zig:11   | Noticed Camabi the pandemonium lord
211989 | Zig:11   | Cast into level 5 of the Abyss (Fif Leagg)
211989 | Abyss:5  | Entered Level 5 of the Abyss
212023 | Zig:11   | Escaped the Abyss
212023 | Zig:11   | Noticed Woyg the pandemonium lord
212023 | Zig:11   | Noticed Emnifron the pandemonium lord
212023 | Zig:11   | Noticed Ekac the pandemonium lord
212023 | Zig:11   | Noticed Peddop Ecem the pandemonium lord
212023 | Zig:11   | Noticed Taimp the pandemonium lord
212023 | Zig:11   | Noticed Oproen the pandemonium lord
212024 | Zig:11   | Noticed Woxzolol the pandemonium lord
212024 | Zig:11   | Noticed Woplyev the pandemonium lord
212025 | Zig:11   | Noticed Attacax the pandemonium lord
212026 | Zig:11   | Noticed Gigrargh the pandemonium lord
212027 | Zig:11   | Noticed Imakhlor the pandemonium lord
212027 | Zig:11   | Noticed Xeazi the pandemonium lord
212028 | Zig:11   | Killed Weqemol the pandemonium lord
212028 | Zig:11   | Killed Kiyhuan the pandemonium lord
212028 | Zig:11   | Killed Rookkuq the pandemonium lord
212028 | Zig:11   | Killed Siuharisch the pandemonium lord
212029 | Zig:11   | Killed Peddop Ecem the pandemonium lord
212029 | Zig:11   | Killed Emnifron the pandemonium lord
212029 | Zig:11   | Killed Fif Leagg the pandemonium lord
212034 | Zig:11   | Killed Woplyev the pandemonium lord
212035 | Zig:11   | Noticed Wyqihee the pandemonium lord
212038 | Zig:11   | Killed Attacax the pandemonium lord
212038 | Zig:11   | Killed Koptiush the pandemonium lord
212038 | Zig:11   | Killed Ruafi the pandemonium lord
212038 | Zig:11   | Killed Taimp the pandemonium lord
212038 | Zig:11   | Killed Foudoi the pandemonium lord
212038 | Zig:11   | Killed Imakhlor the pandemonium lord
212039 | Zig:11   | Killed Camabi the pandemonium lord
212039 | Zig:11   | Killed Gigrargh the pandemonium lord
212039 | Zig:11   | Killed Meam the pandemonium lord
212039 | Zig:11   | Killed Ohoaryna the pandemonium lord
212039 | Zig:11   | Killed Ekac the pandemonium lord
212040 | Zig:11   | Noticed Qunnupp the pandemonium lord
212040 | Zig:11   | Killed Woxzolol the pandemonium lord
212041 | Zig:11   | Noticed Laexos the pandemonium lord
212041 | Zig:11   | Noticed Watrir the pandemonium lord
212041 | Zig:11   | Killed Oproen the pandemonium lord
212041 | Zig:11   | Killed Woyg the pandemonium lord
212043 | Zig:11   | Noticed Maom the pandemonium lord
212043 | Zig:11   | Noticed Xuyrang the pandemonium lord
212044 | Zig:11   | Killed Wyqihee the pandemonium lord
212046 | Zig:11   | Noticed Nialism the pandemonium lord
212046 | Zig:11   | Killed Xeazi the pandemonium lord
212046 | Zig:11   | Killed Nuor Qoul the pandemonium lord
212047 | Zig:11   | Noticed Hinaw the pandemonium lord
212048 | Zig:11   | Noticed Xese the pandemonium lord
212048 | Zig:11   | Killed Nialism the pandemonium lord
212048 | Zig:11   | Killed Qunnupp the pandemonium lord
212049 | Zig:11   | Noticed Bicop the pandemonium lord
212052 | Zig:11   | Noticed Odochipu the pandemonium lord
212053 | Zig:11   | Noticed Ymis the pandemonium lord
212054 | Zig:11   | Noticed Enan the pandemonium lord
212054 | Zig:11   | Noticed Yriw the pandemonium lord
212054 | Zig:11   | Killed Watrir the pandemonium lord
212055 | Zig:11   | Noticed Ychoga the pandemonium lord
212055 | Zig:11   | Killed Hinaw the pandemonium lord
212055 | Zig:11   | Killed Maom the pandemonium lord
212055 | Zig:11   | Killed Xuyrang the pandemonium lord
212056 | Zig:11   | Noticed Qekuoh the pandemonium lord
212057 | Zig:11   | Killed Ychoga the pandemonium lord
212057 | Zig:11   | Killed Odochipu the pandemonium lord
212058 | Zig:11   | Noticed Mydou the pandemonium lord
212060 | Zig:11   | Noticed Uwnes the pandemonium lord
212061 | Zig:11   | Noticed Fidegg the pandemonium lord
212061 | Zig:11   | Killed Ymis the pandemonium lord
212061 | Zig:11   | Killed Enan the pandemonium lord
212061 | Zig:11   | Killed Xese the pandemonium lord
212063 | Zig:11   | Noticed Ziqag the pandemonium lord
212063 | Zig:11   | Killed Laexos the pandemonium lord
212064 | Zig:11   | Noticed Lolaez the pandemonium lord
212064 | Zig:11   | Killed Yriw the pandemonium lord
212064 | Zig:11   | Killed Uwnes the pandemonium lord
212065 | Zig:11   | Noticed Julounef the pandemonium lord
212066 | Zig:11   | Noticed Xakauhudd the pandemonium lord
212066 | Zig:11   | Killed Bicop the pandemonium lord
212067 | Zig:11   | Killed Mydou the pandemonium lord
212069 | Zig:11   | Killed Lolaez the pandemonium lord
212069 | Zig:11   | Killed Ziqag the pandemonium lord
212069 | Zig:11   | Killed Qekuoh the pandemonium lord
212070 | Zig:11   | Noticed Qerul the pandemonium lord
212071 | Zig:11   | Noticed Geucuonk the pandemonium lord
212072 | Zig:11   | Killed Qerul the pandemonium lord
212072 | Zig:11   | Killed Xakauhudd the pandemonium lord
212073 | Zig:11   | Killed Julounef the pandemonium lord
212073 | Zig:11   | Killed Fidegg the pandemonium lord
212091 | Zig:11   | Killed Geucuonk the pandemonium lord
212148 | Zig:11   | Got a crystal hunting sling
212149 | Zig:11   | Identified the +1 hunting sling "Dragonbane" {flame, rElec rPois Int+3 Dex-4} (You found it on level 11 of a ziggurat)
212151 | Zig:11   | Identified the Almanac of Fatigue
212189 | Zig:12   | Entered Level 12 of a ziggurat
212189 | Zig:12   | Noticed a greater mummy
212189 | Zig:12   | Noticed a greater mummy
212189 | Zig:12   | Noticed a greater mummy
212189 | Zig:12   | Noticed a greater mummy
212189 | Zig:12   | Noticed a greater mummy
212189 | Zig:12   | Noticed a greater mummy
212189 | Zig:12   | Noticed a greater mummy
212189 | Zig:12   | Noticed a greater mummy
212189 | Zig:12   | Noticed a greater mummy
212193 | Zig:12   | Killed a greater mummy
212194 | Zig:12   | Killed a greater mummy
212194 | Zig:12   | Killed a greater mummy
212195 | Zig:12   | Killed a greater mummy
212196 | Zig:12   | Killed a greater mummy
212196 | Zig:12   | Killed a greater mummy
212196 | Zig:12   | Killed a greater mummy
212196 | Zig:12   | Killed a greater mummy
212197 | Zig:12   | Noticed a greater mummy
212197 | Zig:12   | Noticed a greater mummy
212198 | Zig:12   | Noticed a greater mummy
212199 | Zig:12   | Killed a greater mummy
212200 | Zig:12   | Killed a greater mummy
212201 | Zig:12   | Noticed a greater mummy
212201 | Zig:12   | Noticed a greater mummy
212201 | Zig:12   | Killed a greater mummy
212202 | Zig:12   | Noticed a greater mummy
212203 | Zig:12   | Noticed a greater mummy
212205 | Zig:12   | Killed a greater mummy
212208 | Zig:12   | Noticed a greater mummy
212208 | Zig:12   | Killed a greater mummy
212209 | Zig:12   | Killed a greater mummy
212209 | Zig:12   | Killed a greater mummy
212211 | Zig:12   | Killed a greater mummy
212211 | Zig:12   | Killed a greater mummy
212213 | Zig:12   | Killed a greater mummy
212213 | Zig:12   | Killed a greater mummy
212217 | Zig:12   | Killed a greater mummy
212217 | Zig:12   | Killed a greater mummy
212219 | Zig:12   | Noticed a greater mummy
212225 | Zig:12   | Noticed a greater mummy
212226 | Zig:12   | Killed a greater mummy
212227 | Zig:12   | Killed a greater mummy
212227 | Zig:12   | Killed a greater mummy
212227 | Zig:12   | Killed a greater mummy
212265 | Zig:12   | Got a smoking brass ring
212267 | Zig:12   | Identified the ring "Deigohyq" {rF+ Int+4} (You found it on level 12 of a ziggurat)
212324 | Zig:13   | Entered Level 13 of a ziggurat
212412 | Zig:13   | Got a translucent bone ring
212414 | Zig:13   | Identified the ring of Irorghae {rCorr Int+4} (You found it on level 13 of a ziggurat)
212517 | Zig:13   | Identified the +4 large shield "Laepuvo" {+Blink Str+8 Dex-3 Stlth+} (You took it off a daeva on level 13 of a ziggurat)
212519 | Zig:13   | Identified the ring of the Ten Eyes {Ice MR+ SInv} (You found it on level 10 of a ziggurat)
212527 | Zig:13   | Identified the +1 large shield of Koaxyur {-Cast Regen+ Str+9 Int-3} (You took it off a daeva on level 13 of a ziggurat)
212530 | Zig:13   | Identified the +1 large shield "Puaguu" {rElec rPois rF+} (You took it off a daeva on level 13 of a ziggurat)
212534 | Zig:13   | Identified the cursed +0 large shield "Ahusaur" {*Corrode Int+5 Dex+8} (You took it off a daeva on level 13 of a ziggurat)
212537 | Zig:13   | Identified the +7 large shield of Ydocw {*Contam Dex+4} (You took it off a daeva on level 13 of a ziggurat)
212544 | Zig:13   | Identified the +3 large shield of Umiafroy {rElec rF+ MR+} (You took it off a daeva on level 13 of a ziggurat)
212573 | Zig:14   | Entered Level 14 of a ziggurat
212577 | Zig:14   | Noticed an ancient lich
212577 | Zig:14   | Noticed an ancient lich
212577 | Zig:14   | Noticed an ancient lich
212577 | Zig:14   | Noticed an ancient lich
212577 | Zig:14   | Noticed an ancient lich
212578 | Zig:14   | Noticed an ancient lich
212578 | Zig:14   | Noticed an ancient lich
212578 | Zig:14   | Noticed an ancient lich
212578 | Zig:14   | Noticed an ancient lich
212578 | Zig:14   | Noticed an ancient lich
212579 | Zig:14   | Noticed an ancient lich
212579 | Zig:14   | Noticed an ancient lich
212580 | Zig:14   | Noticed an ancient lich
212580 | Zig:14   | Noticed an ancient lich
212581 | Zig:14   | Noticed an ancient lich
212582 | Zig:14   | Noticed an ancient lich
212582 | Zig:14   | Noticed an ancient lich
212582 | Zig:14   | Noticed an ancient lich
212582 | Zig:14   | Noticed an ancient lich
212583 | Zig:14   | Killed an ancient lich
212585 | Zig:14   | Noticed an ancient lich
212585 | Zig:14   | Killed an ancient lich
212585 | Zig:14   | Killed an ancient lich
212586 | Zig:14   | Noticed an ancient lich
212586 | Zig:14   | Noticed an ancient lich
212586 | Zig:14   | Killed an ancient lich
212586 | Zig:14   | Killed an ancient lich
212586 | Zig:14   | Killed an ancient lich
212586 | Zig:14   | Killed an ancient lich
212587 | Zig:14   | Noticed an ancient lich
212587 | Zig:14   | Noticed an ancient lich
212587 | Zig:14   | Noticed an ancient lich
212587 | Zig:14   | Noticed an ancient lich
212587 | Zig:14   | Killed an ancient lich
212587 | Zig:14   | Killed an ancient lich
212588 | Zig:14   | Noticed an ancient lich
212588 | Zig:14   | Noticed an ancient lich
212588 | Zig:14   | Killed an ancient lich
212588 | Zig:14   | Killed an ancient lich
212589 | Zig:14   | Noticed an ancient lich
212589 | Zig:14   | Noticed an ancient lich
212592 | Zig:14   | Noticed an ancient lich
212593 | Zig:14   | Killed an ancient lich
212593 | Zig:14   | Killed an ancient lich
212594 | Zig:14   | Killed an ancient lich
212594 | Zig:14   | Killed an ancient lich
212596 | Zig:14   | Noticed an ancient lich
212596 | Zig:14   | Killed an ancient lich
212597 | Zig:14   | Noticed an ancient lich
212597 | Zig:14   | Killed an ancient lich
212598 | Zig:14   | Killed an ancient lich
212598 | Zig:14   | Killed an ancient lich
212599 | Zig:14   | Noticed an ancient lich
212599 | Zig:14   | Killed an ancient lich
212599 | Zig:14   | Killed an ancient lich
212599 | Zig:14   | Killed an ancient lich
212599 | Zig:14   | Killed an ancient lich
212600 | Zig:14   | Killed an ancient lich
212600 | Zig:14   | Killed an ancient lich
212600 | Zig:14   | Killed an ancient lich
212603 | Zig:14   | Noticed an ancient lich
212603 | Zig:14   | Noticed an ancient lich
212603 | Zig:14   | Noticed an ancient lich
212603 | Zig:14   | Killed an ancient lich
212603 | Zig:14   | Killed an ancient lich
212603 | Zig:14   | Killed an ancient lich
212604 | Zig:14   | Noticed an ancient lich
212604 | Zig:14   | Killed an ancient lich
212604 | Zig:14   | Killed an ancient lich
212605 | Zig:14   | Killed an ancient lich
212605 | Zig:14   | Killed an ancient lich
212609 | Zig:14   | Killed an ancient lich
212617 | Zig:14   | Killed an ancient lich
212618 | Zig:14   | Killed an ancient lich
212618 | Zig:14   | Killed an ancient lich
212622 | Zig:14   | Killed an ancient lich
212723 | Zig:14   | Identified Zetiydda's Catalogue of Warped Ice
212725 | Zig:14   | Identified Quunoy's Disquisition on Blistering Confrontation
212731 | Zig:15   | Entered Level 15 of a ziggurat
212731 | Zig:15   | Noticed a juggernaut
212731 | Zig:15   | Noticed a juggernaut
212731 | Zig:15   | Noticed a juggernaut
212731 | Zig:15   | Noticed a juggernaut
212731 | Zig:15   | Noticed a juggernaut
212731 | Zig:15   | Noticed a juggernaut
212731 | Zig:15   | Noticed a juggernaut
212731 | Zig:15   | Noticed a juggernaut
212736 | Zig:15   | Noticed a juggernaut
212737 | Zig:15   | Noticed a juggernaut
212738 | Zig:15   | Noticed a juggernaut
212739 | Zig:15   | Killed a juggernaut
212739 | Zig:15   | Killed a juggernaut
212740 | Zig:15   | Killed a juggernaut
212740 | Zig:15   | Killed a juggernaut
212740 | Zig:15   | Killed a juggernaut
212740 | Zig:15   | Killed a juggernaut
212740 | Zig:15   | Killed a juggernaut
212741 | Zig:15   | Noticed a juggernaut
212741 | Zig:15   | Killed a juggernaut
212742 | Zig:15   | Noticed a juggernaut
212742 | Zig:15   | Noticed a juggernaut
212742 | Zig:15   | Killed a juggernaut
212743 | Zig:15   | Noticed a juggernaut
212743 | Zig:15   | Killed a juggernaut
212744 | Zig:15   | Noticed a juggernaut
212744 | Zig:15   | Killed a juggernaut
212745 | Zig:15   | Noticed a juggernaut
212745 | Zig:15   | Noticed a juggernaut
212745 | Zig:15   | Noticed a juggernaut
212746 | Zig:15   | Noticed a juggernaut
212746 | Zig:15   | Noticed a juggernaut
212746 | Zig:15   | Noticed a juggernaut
212747 | Zig:15   | Noticed a juggernaut
212749 | Zig:15   | Noticed a juggernaut
212750 | Zig:15   | Noticed a juggernaut
212751 | Zig:15   | Noticed a juggernaut
212751 | Zig:15   | Killed a juggernaut
212751 | Zig:15   | Killed a juggernaut
212752 | Zig:15   | Noticed a juggernaut
212752 | Zig:15   | Killed a juggernaut
212752 | Zig:15   | Killed a juggernaut
212752 | Zig:15   | Killed a juggernaut
212752 | Zig:15   | Killed a juggernaut
212752 | Zig:15   | Killed a juggernaut
212752 | Zig:15   | Killed a juggernaut
212752 | Zig:15   | Killed a juggernaut
212753 | Zig:15   | Killed a juggernaut
212753 | Zig:15   | Killed a juggernaut
212753 | Zig:15   | Killed a juggernaut
212754 | Zig:15   | Killed a juggernaut
212755 | Zig:15   | Killed a juggernaut
212756 | Zig:15   | Noticed a juggernaut
212757 | Zig:15   | Killed a juggernaut
212759 | Zig:15   | Noticed a juggernaut
212762 | Zig:15   | Noticed a juggernaut
212764 | Zig:15   | Killed a juggernaut
212765 | Zig:15   | Killed a juggernaut
212766 | Zig:15   | Noticed a juggernaut
212767 | Zig:15   | Noticed a juggernaut
212767 | Zig:15   | Killed a juggernaut
212768 | Zig:15   | Killed a juggernaut
212777 | Zig:15   | Killed a juggernaut
212777 | Zig:15   | Killed a juggernaut
212799 | Zig:15   | Got a flickering turquoise ring
212801 | Zig:15   | Identified the ring "Totwosot" {*Slow Str+9 Dex+5 Stlth-} (You found it on level 15 of a ziggurat)
213041 | Zig:16   | Entered Level 16 of a ziggurat
213192 | Zig:17   | Entered Level 17 of a ziggurat
213252 | Zig:17   | Got a flickering amber ring
213254 | Zig:17   | Identified the ring "Nil Xoinown" {rC+ Str+3} (You found it on level 17 of a ziggurat)
213263 | Zig:17   | Got a smoking hunting sling
213264 | Zig:17   | Identified the cursed +1 hunting sling "Hisou" {velocity, rElec rPois rN++ Int-3} (You found it on level 17 of a ziggurat)
213418 | Zig:18   | Entered Level 18 of a ziggurat
213541 | Zig:18   | Got a fine diamond amulet
213542 | Zig:18   | Identified the amulet of Henotheism {rC+ Regen+ Int+6} (You found it on level 18 of a ziggurat)
213771 | Zig:19   | Entered Level 19 of a ziggurat
213844 | Zig:19   | Got a slimy tin ring
213846 | Zig:19   | Identified the ring of Jent {rCorr +Fly Str+4} (You found it on level 19 of a ziggurat)
213862 | Zig:19   | Got a scintillating jade amulet
213863 | Zig:19   | Identified the amulet "Gitej" {Reflect rPois rF+ MR++ SH+2} (You found it on level 19 of a ziggurat)
214095 | Zig:20   | Entered Level 20 of a ziggurat
214394 | Zig:21   | Entered Level 21 of a ziggurat
214603 | Zig:21   | Identified the Papyrus of Cloudy Transmigration
214626 | Zig:21   | Got a smoking broad axe
214630 | Zig:21   | Got a pitted ruby amulet
214631 | Zig:21   | Identified the amulet "Dazol" {Reflect rF++ Int+4 SH+4} (You found it on level 21 of a ziggurat)
214669 | Zig:21   | Got a bloodstained hand crossbow
214670 | Zig:21   | Identified the +3 hand crossbow of the Shoals {freeze, Fragile Str+4 Dex+2} (You found it on level 21 of a ziggurat)
214681 | Zig:22   | Entered Level 22 of a ziggurat
214681 | Zig:22   | Noticed a juggernaut
214681 | Zig:22   | Noticed a juggernaut
214682 | Zig:22   | Noticed a juggernaut
214682 | Zig:22   | Noticed a juggernaut
214683 | Zig:22   | Noticed a juggernaut
214686 | Zig:22   | Noticed a juggernaut
214686 | Zig:22   | Noticed a juggernaut
214686 | Zig:22   | Noticed a juggernaut
214686 | Zig:22   | Noticed a juggernaut
214691 | Zig:22   | Killed a juggernaut
214691 | Zig:22   | Killed a juggernaut
214691 | Zig:22   | Killed a juggernaut
214692 | Zig:22   | Killed a juggernaut
214692 | Zig:22   | Killed a juggernaut
214692 | Zig:22   | Killed a juggernaut
214693 | Zig:22   | Noticed a juggernaut
214693 | Zig:22   | Noticed a juggernaut
214693 | Zig:22   | Noticed a juggernaut
214693 | Zig:22   | Noticed a juggernaut
214693 | Zig:22   | Noticed a juggernaut
214693 | Zig:22   | Killed a juggernaut
214693 | Zig:22   | Killed a juggernaut
214693 | Zig:22   | Killed a juggernaut
214694 | Zig:22   | Noticed a juggernaut
214694 | Zig:22   | Noticed a juggernaut
214694 | Zig:22   | Noticed a juggernaut
214695 | Zig:22   | Noticed a juggernaut
214697 | Zig:22   | Noticed a juggernaut
214697 | Zig:22   | Noticed a juggernaut
214697 | Zig:22   | Noticed a juggernaut
214701 | Zig:22   | Noticed a juggernaut
214704 | Zig:22   | Killed a juggernaut
214704 | Zig:22   | Killed a juggernaut
214704 | Zig:22   | Killed a juggernaut
214704 | Zig:22   | Killed a juggernaut
214704 | Zig:22   | Killed a juggernaut
214704 | Zig:22   | Killed a juggernaut
214704 | Zig:22   | Killed a juggernaut
214705 | Zig:22   | Killed a juggernaut
214705 | Zig:22   | Killed a juggernaut
214705 | Zig:22   | Killed a juggernaut
214705 | Zig:22   | Killed a juggernaut
214705 | Zig:22   | Killed a juggernaut
214706 | Zig:22   | Killed a juggernaut
214707 | Zig:22   | Noticed a juggernaut
214707 | Zig:22   | Noticed a juggernaut
214707 | Zig:22   | Noticed a juggernaut
214708 | Zig:22   | Noticed a juggernaut
214708 | Zig:22   | Noticed a juggernaut
214708 | Zig:22   | Noticed a juggernaut
214708 | Zig:22   | Noticed a juggernaut
214708 | Zig:22   | Noticed a juggernaut
214709 | Zig:22   | Noticed a juggernaut
214709 | Zig:22   | Noticed a juggernaut
214709 | Zig:22   | Noticed a juggernaut
214710 | Zig:22   | Noticed a juggernaut
214716 | Zig:22   | Killed a juggernaut
214716 | Zig:22   | Killed a juggernaut
214716 | Zig:22   | Killed a juggernaut
214716 | Zig:22   | Killed a juggernaut
214716 | Zig:22   | Killed a juggernaut
214717 | Zig:22   | Killed a juggernaut
214717 | Zig:22   | Killed a juggernaut
214717 | Zig:22   | Killed a juggernaut
214717 | Zig:22   | Killed a juggernaut
214717 | Zig:22   | Killed a juggernaut
214717 | Zig:22   | Killed a juggernaut
214718 | Zig:22   | Noticed a juggernaut
214718 | Zig:22   | Killed a juggernaut
214720 | Zig:22   | Noticed a juggernaut
214720 | Zig:22   | Noticed a juggernaut
214720 | Zig:22   | Noticed a juggernaut
214721 | Zig:22   | Noticed a juggernaut
214723 | Zig:22   | Killed a juggernaut
214724 | Zig:22   | Noticed a juggernaut
214725 | Zig:22   | Noticed a juggernaut
214728 | Zig:22   | Killed a juggernaut
214729 | Zig:22   | Killed a juggernaut
214729 | Zig:22   | Killed a juggernaut
214729 | Zig:22   | Killed a juggernaut
214730 | Zig:22   | Noticed a juggernaut
214730 | Zig:22   | Noticed a juggernaut
214730 | Zig:22   | Killed a juggernaut
214731 | Zig:22   | Killed a juggernaut
214732 | Zig:22   | Noticed a juggernaut
214741 | Zig:22   | Killed a juggernaut
214741 | Zig:22   | Killed a juggernaut
214741 | Zig:22   | Killed a juggernaut
214791 | Zig:22   | Identified the +1 pair of gloves of Xiorr {rCorr} (You found it on level 22 of a ziggurat)
215057 | Zig:23   | Entered Level 23 of a ziggurat
215221 | Zig:23   | Identified the Almanac of Confrontation and Snow
215227 | Zig:23   | Got a scintillating silver ring
215229 | Zig:23   | Identified the ring "Pylaw" {*Slow rElec Int-4 Dex+10 SInv} (You found it on level 23 of a ziggurat)
215254 | Zig:23   | Identified the +0 pair of gloves of Trog's Fury {rPois} (You found it on level 23 of a ziggurat)
215397 | Zig:23   | Identified the -1 cloak of Pride {rPois Int+2} (You found it on level 23 of a ziggurat)
215405 | Zig:24   | Entered Level 24 of a ziggurat
215411 | Zig:24   | Noticed Omaewej the pandemonium lord
215411 | Zig:24   | Noticed Bythram the pandemonium lord
215412 | Zig:24   | Noticed Jeliogomp the pandemonium lord
215416 | Zig:24   | Noticed Vihew the pandemonium lord
215419 | Zig:24   | Noticed Woaj the pandemonium lord
215419 | Zig:24   | Noticed Bedgh the pandemonium lord
215420 | Zig:24   | Noticed Acremoh the pandemonium lord
215421 | Zig:24   | Noticed Puhezar the pandemonium lord
215423 | Zig:24   | Noticed Onen the pandemonium lord
215423 | Zig:24   | Noticed Wethige the pandemonium lord
215425 | Zig:24   | Noticed Syquisia the pandemonium lord
215425 | Zig:24   | Noticed Fagguoso the pandemonium lord
215426 | Zig:24   | Noticed Rualeusch the pandemonium lord
215426 | Zig:24   | Noticed Caeraagg the pandemonium lord
215426 | Zig:24   | Noticed Geujonuono the pandemonium lord
215426 | Zig:24   | Noticed Zosol the pandemonium lord
215427 | Zig:24   | Noticed Nuojan the pandemonium lord
215427 | Zig:24   | Killed Fagguoso the pandemonium lord
215427 | Zig:24   | Killed Woaj the pandemonium lord
215427 | Zig:24   | Killed Jeliogomp the pandemonium lord
215428 | Zig:24   | Noticed Ysoripp the pandemonium lord
215428 | Zig:24   | Killed Bythram the pandemonium lord
215429 | Zig:24   | Noticed Temoped the pandemonium lord
215430 | Zig:24   | Noticed Miwaiteny the pandemonium lord
215432 | Zig:24   | Killed Syquisia the pandemonium lord
215432 | Zig:24   | Killed Omaewej the pandemonium lord
215432 | Zig:24   | Killed Nuojan the pandemonium lord
215432 | Zig:24   | Killed Onen the pandemonium lord
215435 | Zig:24   | Killed Zosol the pandemonium lord
215436 | Zig:24   | Noticed Zousiz the pandemonium lord
215436 | Zig:24   | Killed Acremoh the pandemonium lord
215436 | Zig:24   | Killed Geujonuono the pandemonium lord
215436 | Zig:24   | Killed Bedgh the pandemonium lord
215436 | Zig:24   | Killed Omop Nakhlum the pandemonium lord
215437 | Zig:24   | Killed Wethige the pandemonium lord
215437 | Zig:24   | Killed Temoped the pandemonium lord
215437 | Zig:24   | Killed Caeraagg the pandemonium lord
215438 | Zig:24   | Noticed Forezar the pandemonium lord
215438 | Zig:24   | Noticed Iliqich the pandemonium lord
215438 | Zig:24   | Killed Vihew the pandemonium lord
215439 | Zig:24   | Noticed Akyrysul the pandemonium lord
215439 | Zig:24   | Noticed Uruxzoh the pandemonium lord
215441 | Zig:24   | Killed Rualeusch the pandemonium lord
215442 | Zig:24   | Noticed Qaupsuon the pandemonium lord
215443 | Zig:24   | Noticed Ifad the pandemonium lord
215443 | Zig:24   | Noticed Narecson the pandemonium lord
215444 | Zig:24   | Noticed Guulunt the pandemonium lord
215444 | Zig:24   | Noticed Simmor the pandemonium lord
215445 | Zig:24   | Noticed Zuneviyrr the pandemonium lord
215445 | Zig:24   | Noticed Athodaqe the pandemonium lord
215445 | Zig:24   | Killed Akyrysul the pandemonium lord
215445 | Zig:24   | Killed Ysoripp the pandemonium lord
215446 | Zig:24   | Noticed Disulaarr the pandemonium lord
215446 | Zig:24   | Noticed Jope the pandemonium lord
215446 | Zig:24   | Killed Narecson the pandemonium lord
215446 | Zig:24   | Killed Puhezar the pandemonium lord
215446 | Zig:24   | Killed Qaupsuon the pandemonium lord
215446 | Zig:24   | Killed Ifad the pandemonium lord
215446 | Zig:24   | Killed Guulunt the pandemonium lord
215447 | Zig:24   | Noticed Quluonkoaq the pandemonium lord
215447 | Zig:24   | Killed Miwaiteny the pandemonium lord
215447 | Zig:24   | Killed Uruxzoh the pandemonium lord
215448 | Zig:24   | Killed Simmor the pandemonium lord
215448 | Zig:24   | Killed Athodaqe the pandemonium lord
215450 | Zig:24   | Noticed Aruli the pandemonium lord
215450 | Zig:24   | Noticed Neve the pandemonium lord
215450 | Zig:24   | Killed Zousiz the pandemonium lord
215450 | Zig:24   | Killed Jope the pandemonium lord
215451 | Zig:24   | Noticed Pyrualik the pandemonium lord
215451 | Zig:24   | Killed Neve the pandemonium lord
215451 | Zig:24   | Killed Zuneviyrr the pandemonium lord
215451 | Zig:24   | Killed Iliqich the pandemonium lord
215451 | Zig:24   | Killed Disulaarr the pandemonium lord
215452 | Zig:24   | Noticed Beiruemp the pandemonium lord
215452 | Zig:24   | Noticed Ted Ybra the pandemonium lord
215452 | Zig:24   | Killed Forezar the pandemonium lord
215453 | Zig:24   | Noticed Wudghemm the pandemonium lord
215453 | Zig:24   | Noticed Tesogg the pandemonium lord
215453 | Zig:24   | Noticed Uco Coepn the pandemonium lord
215456 | Zig:24   | Noticed Usumod the pandemonium lord
215456 | Zig:24   | Killed Pyrualik the pandemonium lord
215456 | Zig:24   | Killed Ted Ybra the pandemonium lord
215456 | Zig:24   | Killed Uco Coepn the pandemonium lord
215458 | Zig:24   | Killed Geshra Yxuf the pandemonium lord
215458 | Zig:24   | Killed Beiruemp the pandemonium lord
215458 | Zig:24   | Killed Wudghemm the pandemonium lord
215460 | Zig:24   | Noticed Hierutwi the pandemonium lord
215461 | Zig:24   | Noticed Zitog the pandemonium lord
215461 | Zig:24   | Noticed Bovakah the pandemonium lord
215463 | Zig:24   | Noticed Uxateb the pandemonium lord
215464 | Zig:24   | Noticed Vaqiaf the pandemonium lord
215464 | Zig:24   | Noticed Gaelenys the pandemonium lord
215464 | Zig:24   | Killed Quluonkoaq the pandemonium lord
215465 | Zig:24   | Noticed Suentuck the pandemonium lord
215465 | Zig:24   | Noticed Urytz the pandemonium lord
215465 | Zig:24   | Noticed Erusiud the pandemonium lord
215466 | Zig:24   | Noticed Etupno the pandemonium lord
215466 | Zig:24   | Killed Tesogg the pandemonium lord
215466 | Zig:24   | Killed Usumod the pandemonium lord
215466 | Zig:24   | Killed Erusiud the pandemonium lord
215467 | Zig:24   | Noticed Weklunn the pandemonium lord
215467 | Zig:24   | Noticed Muuc the pandemonium lord
215468 | Zig:24   | Noticed Lajigu the pandemonium lord
215468 | Zig:24   | Noticed Roasiok the pandemonium lord
215468 | Zig:24   | Killed Vaqiaf the pandemonium lord
215470 | Zig:24   | Killed Roasiok the pandemonium lord
215470 | Zig:24   | Killed Aruli the pandemonium lord
215470 | Zig:24   | Killed Urytz the pandemonium lord
215470 | Zig:24   | Killed Bovakah the pandemonium lord
215471 | Zig:24   | Noticed Meuhop the pandemonium lord
215471 | Zig:24   | Noticed Gisosoma the pandemonium lord
215472 | Zig:24   | Noticed Uptatom the pandemonium lord
215472 | Zig:24   | Noticed Adoesch the pandemonium lord
215472 | Zig:24   | Noticed Opsoat the pandemonium lord
215474 | Zig:24   | Noticed Gassima the pandemonium lord
215474 | Zig:24   | Killed Uxateb the pandemonium lord
215474 | Zig:24   | Killed Opsoat the pandemonium lord
215475 | Zig:24   | Noticed Pagaqes the pandemonium lord
215475 | Zig:24   | Noticed Enonaholl the pandemonium lord
215475 | Zig:24   | Killed Etupno the pandemonium lord
215476 | Zig:24   | Noticed Arivva the pandemonium lord
215477 | Zig:24   | Noticed Reoc the pandemonium lord
215478 | Zig:24   | Noticed Kenank the pandemonium lord
215479 | Zig:24   | Killed Gaelenys the pandemonium lord
215480 | Zig:24   | Killed Uptatom the pandemonium lord
215480 | Zig:24   | Killed Gisosoma the pandemonium lord
215480 | Zig:24   | Killed Gassima the pandemonium lord
215481 | Zig:24   | Killed Hierutwi the pandemonium lord
215481 | Zig:24   | Killed Suentuck the pandemonium lord
215482 | Zig:24   | Noticed Giets the pandemonium lord
215482 | Zig:24   | Killed Adoesch the pandemonium lord
215482 | Zig:24   | Killed Enonaholl the pandemonium lord
215482 | Zig:24   | Killed Boweid the pandemonium lord
215482 | Zig:24   | Killed Zitog the pandemonium lord
215482 | Zig:24   | Killed Weklunn the pandemonium lord
215484 | Zig:24   | Noticed Iviu the pandemonium lord
215484 | Zig:24   | Noticed Pisa Mit the pandemonium lord
215484 | Zig:24   | Killed Kenank the pandemonium lord
215484 | Zig:24   | Killed Lajigu the pandemonium lord
215484 | Zig:24   | Killed Meuhop the pandemonium lord
215486 | Zig:24   | Killed Reoc the pandemonium lord
215486 | Zig:24   | Killed Muuc the pandemonium lord
215487 | Zig:24   | Noticed Rirotian the pandemonium lord
215487 | Zig:24   | Noticed Ryvveok the pandemonium lord
215487 | Zig:24   | Noticed Jexolet the pandemonium lord
215488 | Zig:24   | Noticed Muostana the pandemonium lord
215488 | Zig:24   | Noticed Cagocoos the pandemonium lord
215488 | Zig:24   | Killed Arivva the pandemonium lord
215490 | Zig:24   | Noticed Maegg the pandemonium lord
215492 | Zig:24   | Noticed Juagh the pandemonium lord
215493 | Zig:24   | Noticed Gosej the pandemonium lord
215495 | Zig:24   | Noticed Mafoo the pandemonium lord
215498 | Zig:24   | Noticed Otoy the pandemonium lord
215500 | Zig:24   | Noticed Bilexeuq the pandemonium lord
215501 | Zig:24   | Killed Jexolet the pandemonium lord
215504 | Zig:24   | Noticed Nixuih the pandemonium lord
215505 | Zig:24   | Noticed Oshit the pandemonium lord
215507 | Zig:24   | Noticed Biedoenu the pandemonium lord
215507 | Zig:24   | Killed Maegg the pandemonium lord
215508 | Zig:24   | Killed Giets the pandemonium lord
215508 | Zig:24   | Killed Gosej the pandemonium lord
215508 | Zig:24   | Killed Otoy the pandemonium lord
215508 | Zig:24   | Killed Rirotian the pandemonium lord
215510 | Zig:24   | Noticed Uchoud the pandemonium lord
215510 | Zig:24   | Noticed Ham Ifei the pandemonium lord
215510 | Zig:24   | Noticed Lonwad the pandemonium lord
215511 | Zig:24   | Killed Mafoo the pandemonium lord
215511 | Zig:24   | Killed Nixuih the pandemonium lord
215511 | Zig:24   | Killed Ryvveok the pandemonium lord
215511 | Zig:24   | Killed Pagaqes the pandemonium lord
215511 | Zig:24   | Killed Biedoenu the pandemonium lord
215513 | Zig:24   | Noticed Pinust the pandemonium lord
215513 | Zig:24   | Noticed Paaz the pandemonium lord
215513 | Zig:24   | Killed Juagh the pandemonium lord
215515 | Zig:24   | Killed Iviu the pandemonium lord
215515 | Zig:24   | Killed Cagocoos the pandemonium lord
215515 | Zig:24   | Killed Ham Ifei the pandemonium lord
215518 | Zig:24   | Noticed Taurr the pandemonium lord
215518 | Zig:24   | Killed Oshit the pandemonium lord
215520 | Zig:24   | Killed Paaz the pandemonium lord
215521 | Zig:24   | Noticed Ynwiujaf the pandemonium lord
215521 | Zig:24   | Killed Pisa Mit the pandemonium lord
215521 | Zig:24   | Killed Lonwad the pandemonium lord
215521 | Zig:24   | Killed Bilexeuq the pandemonium lord
215521 | Zig:24   | Killed Uchoud the pandemonium lord
215522 | Zig:24   | Noticed Mevext the pandemonium lord
215522 | Zig:24   | Killed Muostana the pandemonium lord
215523 | Zig:24   | Noticed Sarhepil the pandemonium lord
215523 | Zig:24   | Noticed Jutyeske the pandemonium lord
215523 | Zig:24   | Noticed Gyingiupn the pandemonium lord
215525 | Zig:24   | Noticed Teqorph the pandemonium lord
215527 | Zig:24   | Noticed Koibat the pandemonium lord
215527 | Zig:24   | Noticed Cuschuiro the pandemonium lord
215527 | Zig:24   | Noticed Cot Azenoe the pandemonium lord
215527 | Zig:24   | Noticed Qenuizew the pandemonium lord
215527 | Zig:24   | Noticed Iriocleh the pandemonium lord
215529 | Zig:24   | Killed Ynwiujaf the pandemonium lord
215529 | Zig:24   | Killed Sarhepil the pandemonium lord
215531 | Zig:24   | Noticed Tinien the pandemonium lord
215531 | Zig:24   | Killed Gyingiupn the pandemonium lord
215532 | Zig:24   | Noticed Ysioblich the pandemonium lord
215533 | Zig:24   | Noticed Nugiuhit the pandemonium lord
215533 | Zig:24   | Killed Pinust the pandemonium lord
215534 | Zig:24   | Noticed Jeuff the pandemonium lord
215534 | Zig:24   | Noticed Plog the pandemonium lord
215535 | Zig:24   | Noticed Geng the pandemonium lord
215535 | Zig:24   | Noticed Buzison the pandemonium lord
215535 | Zig:24   | Noticed Cautz the pandemonium lord
215536 | Zig:24   | Killed Mevext the pandemonium lord
215536 | Zig:24   | Killed Cot Azenoe the pandemonium lord
215537 | Zig:24   | Noticed Aqotexul the pandemonium lord
215538 | Zig:24   | Killed Jutyeske the pandemonium lord
215538 | Zig:24   | Killed Taurr the pandemonium lord
215540 | Zig:24   | Noticed Citoh the pandemonium lord
215541 | Zig:24   | Noticed Jojaupei the pandemonium lord
215541 | Zig:24   | Noticed Sorch the pandemonium lord
215541 | Zig:24   | Killed Nugiuhit the pandemonium lord
215541 | Zig:24   | Killed Jeuff the pandemonium lord
215541 | Zig:24   | Killed Cuschuiro the pandemonium lord
215541 | Zig:24   | Killed Ysioblich the pandemonium lord
215541 | Zig:24   | Killed Geng the pandemonium lord
215542 | Zig:24   | Noticed Unuri the pandemonium lord
215543 | Zig:24   | Noticed Utevaruu the pandemonium lord
215544 | Zig:24   | Noticed Okliralich the pandemonium lord
215544 | Zig:24   | Noticed Qyepocwutud the pandemonium lord
215545 | Zig:24   | Noticed Peuteath the pandemonium lord
215545 | Zig:24   | Killed Peuteath the pandemonium lord
215545 | Zig:24   | Killed Tinien the pandemonium lord
215545 | Zig:24   | Killed Qenuizew the pandemonium lord
215545 | Zig:24   | Killed Unuri the pandemonium lord
215545 | Zig:24   | Killed Cautz the pandemonium lord
215546 | Zig:24   | Killed Buzison the pandemonium lord
215546 | Zig:24   | Killed Utevaruu the pandemonium lord
215546 | Zig:24   | Killed Qyepocwutud the pandemonium lord
215546 | Zig:24   | Killed Jiulytz the pandemonium lord
215546 | Zig:24   | Killed Aqotexul the pandemonium lord
215546 | Zig:24   | Killed Iriocleh the pandemonium lord
215546 | Zig:24   | Killed Jojaupei the pandemonium lord
215546 | Zig:24   | Killed Sorch the pandemonium lord
215547 | Zig:24   | Noticed Anesats the pandemonium lord
215547 | Zig:24   | Killed Anesats the pandemonium lord
215547 | Zig:24   | Killed Funlid the pandemonium lord
215547 | Zig:24   | Killed Yguog the pandemonium lord
215550 | Zig:24   | Noticed Wessit the pandemonium lord
215551 | Zig:24   | Noticed Naettit the pandemonium lord
215552 | Zig:24   | Noticed Bonezag the pandemonium lord
215552 | Zig:24   | Noticed Qeaplevasui the pandemonium lord
215552 | Zig:24   | Noticed Gidghytt the pandemonium lord
215552 | Zig:24   | Noticed Upaoniem the pandemonium lord
215552 | Zig:24   | Noticed Ydokown the pandemonium lord
215552 | Zig:24   | Noticed Tuidaneo the pandemonium lord
215552 | Zig:24   | Killed Teqorph the pandemonium lord
215553 | Zig:24   | Noticed Siolasad the pandemonium lord
215553 | Zig:24   | Noticed Hocusaxa the pandemonium lord
215553 | Zig:24   | Noticed Fiadweit the pandemonium lord
215553 | Zig:24   | Killed Plog the pandemonium lord
215554 | Zig:24   | Noticed Litaokh the pandemonium lord
215556 | Zig:24   | Noticed Ymerogh the pandemonium lord
215556 | Zig:24   | Killed Hocusaxa the pandemonium lord
215556 | Zig:24   | Killed Siolasad the pandemonium lord
215556 | Zig:24   | Killed Wessit the pandemonium lord
215556 | Zig:24   | Killed Okliralich the pandemonium lord
215556 | Zig:24   | Killed Fiadweit the pandemonium lord
215557 | Zig:24   | Killed Qeaplevasui the pandemonium lord
215558 | Zig:24   | Noticed Modebe Zeixt the pandemonium lord
215559 | Zig:24   | Noticed Keoroas the pandemonium lord
215559 | Zig:24   | Killed Ydokown the pandemonium lord
215559 | Zig:24   | Killed Upaoniem the pandemonium lord
215559 | Zig:24   | Killed Naettit the pandemonium lord
215560 | Zig:24   | Killed Tuidaneo the pandemonium lord
215560 | Zig:24   | Killed Koibat the pandemonium lord
215560 | Zig:24   | Killed Modebe Zeixt the pandemonium lord
215560 | Zig:24   | Killed Citoh the pandemonium lord
215560 | Zig:24   | Killed Bonezag the pandemonium lord
215561 | Zig:24   | Noticed Rovvid the pandemonium lord
215561 | Zig:24   | Noticed Zear the pandemonium lord
215562 | Zig:24   | Killed Gidghytt the pandemonium lord
215564 | Zig:24   | Noticed Viugiyf the pandemonium lord
215565 | Zig:24   | Noticed Peef the pandemonium lord
215565 | Zig:24   | Killed Keoroas the pandemonium lord
215565 | Zig:24   | Killed Zear the pandemonium lord
215569 | Zig:24   | Killed Litaokh the pandemonium lord
215570 | Zig:24   | Noticed Quptorheo the pandemonium lord
215570 | Zig:24   | Killed Ymerogh the pandemonium lord
215570 | Zig:24   | Killed Rovvid the pandemonium lord
215570 | Zig:24   | Killed Peef the pandemonium lord
215571 | Zig:24   | Noticed Huteust the pandemonium lord
215573 | Zig:24   | Noticed Piakh the pandemonium lord
215573 | Zig:24   | Killed Huteust the pandemonium lord
215573 | Zig:24   | Killed Zonuel the pandemonium lord
215573 | Zig:24   | Killed Resm the pandemonium lord
215574 | Zig:24   | Noticed Dunkipp the pandemonium lord
215575 | Zig:24   | Noticed Qefakk the pandemonium lord
215575 | Zig:24   | Killed Piakh the pandemonium lord
215575 | Zig:24   | Killed Dunkipp the pandemonium lord
215575 | Zig:24   | Killed Quptorheo the pandemonium lord
215576 | Zig:24   | Killed Qefakk the pandemonium lord
215576 | Zig:24   | Killed Viugiyf the pandemonium lord
215577 | Zig:24   | Noticed Wearphece the pandemonium lord
215581 | Zig:24   | Killed Wearphece the pandemonium lord
215585 | Zig:24   | Killed Gevajadd the pandemonium lord
215588 | Zig:24   | Noticed Oghenl Faesh the pandemonium lord
215588 | Zig:24   | Killed Oghenl Faesh the pandemonium lord
215594 | Zig:24   | Killed Losined the pandemonium lord
215595 | Zig:24   | Noticed Pot Coiq the pandemonium lord
215600 | Zig:24   | Killed Pot Coiq the pandemonium lord
215738 | Zig:24   | Got a coiled pewter ring
215740 | Zig:24   | Identified the ring "Kaclamp" {Ice +Fly Dex+3 SInv} (You found it on level 24 of a ziggurat)
215760 | Zig:24   | Got a translucent lead ring
215762 | Zig:24   | Identified the ring "Yfoept" {rF+ rC+ EV+5} (You found it on level 24 of a ziggurat)
215773 | Zig:24   | Got a coiled iron ring
215775 | Zig:24   | Identified the ring "Xujeif" {Fire Dex+7 Stlth-} (You found it on level 24 of a ziggurat)
215786 | Zig:24   | Got a pitted platinum ring
215788 | Zig:24   | Identified the ring "Pips" {*Tele rPois Str-2 Int+5} (You found it on level 24 of a ziggurat)
215801 | Zig:24   | Identified the cursed +1 fire dragon scales of Somewhere Else {rElec rF++ rC- Dex+5} (You found it on level 24 of a ziggurat)
215900 | Zig:25   | Entered Level 25 of a ziggurat
216144 | Zig:25   | Identified the Catalogue of Enthralling Enhancements
216167 | Zig:26   | Entered Level 26 of a ziggurat
216257 | Zig:26   | Got a transparent hunting sling
216258 | Zig:26   | Identified the cursed +0 hunting sling of Ruination {flame, *Corrode Str+7} (You found it on level 26 of a ziggurat)
216518 | Zig:27   | Entered Level 27 of a ziggurat
216634 | Zig:27   | Identified the +4 ice dragon scales "Veucech" {*Contam rF- rC++ MR++ Int-2 Dex+8} (You found it on level 27 of a ziggurat)
216639 | Zig:27   | Identified Cidoclir's Incunabulum of Helpful Flames
216660 | Zig:27   | Identified Pyiheme's Reference Book on Shifting Flight
216821 | Zig:27   | Identified the Grimoire of the Inquisitive Mice
216886 | Depths:2 | Identified the -2 pair of boots "Qoaggen" {rElec} (You acquired it on level 2 of the Depths)
216887 | Depths:2 | Identified the +2 pair of boots of Birdsong {*Contam rN+ Int+2} (You acquired it on level 2 of the Depths)
216888 | Depths:2 | Identified the +1 crystal plate armour of Nobility {-Cast Int+5 Dex+3} (You acquired it on level 2 of the Depths)
216889 | Depths:2 | Identified the +0 pair of gloves of Veshrusiq {+Fly MR+ rCorr} (You acquired it on level 2 of the Depths)
216890 | Depths:2 | Identified the +0 large shield of Feynonn {Int+6} (You acquired it on level 2 of the Depths)
216936 | Zig:1    | Entered Level 1 of a ziggurat
216985 | Zig:2    | Entered Level 2 of a ziggurat
216985 | Zig:2    | Noticed Goesuew the pandemonium lord
216985 | Zig:2    | Noticed Wuxzacsi the pandemonium lord
216985 | Zig:2    | Noticed Oreopy the pandemonium lord
216985 | Zig:2    | Noticed Axify the pandemonium lord
216985 | Zig:2    | Noticed Zyufella the pandemonium lord
216985 | Zig:2    | Noticed Patitt the pandemonium lord
216985 | Zig:2    | Noticed Raciw the pandemonium lord
216990 | Zig:2    | Killed Patitt the pandemonium lord
216990 | Zig:2    | Killed Goesuew the pandemonium lord
216990 | Zig:2    | Killed Oreopy the pandemonium lord
216995 | Zig:2    | Noticed Geosogeu the pandemonium lord
216995 | Zig:2    | Noticed Zikuex the pandemonium lord
216996 | Zig:2    | Killed Raciw the pandemonium lord
216998 | Zig:2    | Killed Zyufella the pandemonium lord
216999 | Zig:2    | Killed Axify the pandemonium lord
217004 | Zig:2    | Killed Wuxzacsi the pandemonium lord
217004 | Zig:2    | Killed Zikuex the pandemonium lord
217011 | Zig:2    | Killed Geosogeu the pandemonium lord
217050 | Zig:3    | Entered Level 3 of a ziggurat
217125 | Zig:4    | Entered Level 4 of a ziggurat
217217 | Zig:5    | Entered Level 5 of a ziggurat
217311 | Zig:6    | Entered Level 6 of a ziggurat
217390 | Zig:6    | Identified the Tome of Boosting Clay
217399 | Zig:7    | Entered Level 7 of a ziggurat
217399 | Zig:7    | Noticed an ancient lich
217399 | Zig:7    | Noticed an ancient lich
217399 | Zig:7    | Noticed an ancient lich
217402 | Zig:7    | Noticed an ancient lich
217409 | Zig:7    | Killed an ancient lich
217410 | Zig:7    | Killed an ancient lich
217410 | Zig:7    | Killed an ancient lich
217412 | Zig:7    | Noticed an ancient lich
217412 | Zig:7    | Noticed an ancient lich
217412 | Zig:7    | Killed an ancient lich
217413 | Zig:7    | Noticed an ancient lich
217421 | Zig:7    | Noticed an ancient lich
217421 | Zig:7    | Killed an ancient lich
217422 | Zig:7    | Killed an ancient lich
217423 | Zig:7    | Killed an ancient lich
217424 | Zig:7    | Killed an ancient lich
217510 | Zig:8    | Entered Level 8 of a ziggurat
217642 | Zig:9    | Entered Level 9 of a ziggurat
217839 | Zig:9    | Identified Voehet's Compendium of the Birds and Curses
217841 | Zig:9    | Got a wavering jade ring
217842 | Zig:9    | Identified the ring "Ithraoma" {rPois rF+ rC++ rN+ Dex-5} (You found it on level 9 of a ziggurat)
217906 | Zig:10   | Entered Level 10 of a ziggurat
217906 | Zig:10   | Noticed an ancient lich
217906 | Zig:10   | Noticed an ancient lich
217906 | Zig:10   | Noticed an ancient lich
217906 | Zig:10   | Noticed an ancient lich
217906 | Zig:10   | Noticed an ancient lich
217912 | Zig:10   | Killed an ancient lich
217915 | Zig:10   | Noticed an ancient lich
217916 | Zig:10   | Noticed an ancient lich
217917 | Zig:10   | Noticed an ancient lich
217918 | Zig:10   | Noticed an ancient lich
217920 | Zig:10   | Killed an ancient lich
217921 | Zig:10   | Noticed an ancient lich
217923 | Zig:10   | Killed an ancient lich
217925 | Zig:10   | Killed an ancient lich
217927 | Zig:10   | Noticed an ancient lich
217928 | Zig:10   | Noticed an ancient lich
217928 | Zig:10   | Killed an ancient lich
217928 | Zig:10   | Killed an ancient lich
217929 | Zig:10   | Killed an ancient lich
217930 | Zig:10   | Killed an ancient lich
217937 | Zig:10   | Killed an ancient lich
217939 | Zig:10   | Killed an ancient lich
217943 | Zig:10   | Killed an ancient lich
217945 | Zig:10   | Killed an ancient lich
218061 | Zig:11   | Entered Level 11 of a ziggurat
218061 | Zig:11   | Noticed an ancient lich
218061 | Zig:11   | Noticed an ancient lich
218061 | Zig:11   | Noticed an ancient lich
218061 | Zig:11   | Noticed an ancient lich
218061 | Zig:11   | Noticed an ancient lich
218061 | Zig:11   | Noticed an ancient lich
218061 | Zig:11   | Noticed an ancient lich
218066 | Zig:11   | Killed an ancient lich
218066 | Zig:11   | Killed an ancient lich
218068 | Zig:11   | Noticed an ancient lich
218069 | Zig:11   | Noticed an ancient lich
218069 | Zig:11   | Noticed an ancient lich
218069 | Zig:11   | Killed an ancient lich
218071 | Zig:11   | Noticed an ancient lich
218079 | Zig:11   | Noticed an ancient lich
218081 | Zig:11   | Killed an ancient lich
218083 | Zig:11   | Noticed an ancient lich
218083 | Zig:11   | Killed an ancient lich
218084 | Zig:11   | Killed an ancient lich
218084 | Zig:11   | Killed an ancient lich
218084 | Zig:11   | Killed an ancient lich
218085 | Zig:11   | Killed an ancient lich
218085 | Zig:11   | Killed an ancient lich
218085 | Zig:11   | Killed an ancient lich
218087 | Zig:11   | Noticed an ancient lich
218087 | Zig:11   | Noticed an ancient lich
218087 | Zig:11   | Killed an ancient lich
218088 | Zig:11   | Noticed an ancient lich
218094 | Zig:11   | Killed an ancient lich
218099 | Zig:11   | Killed an ancient lich
218100 | Zig:11   | Killed an ancient lich
218101 | Zig:11   | Killed an ancient lich
218127 | Zig:11   | Got a brightly glowing platinum amulet
218128 | Zig:11   | Identified the amulet "Joghovu" {Faith Int+4 Dex+3} (You found it on level 11 of a ziggurat)
218198 | Zig:11   | Identified the Collected Works on Dark Rituals
218207 | Zig:12   | Entered Level 12 of a ziggurat
218207 | Zig:12   | Noticed Hobiofu the pandemonium lord
218207 | Zig:12   | Noticed Alexi the pandemonium lord
218207 | Zig:12   | Noticed Qykkiog the pandemonium lord
218207 | Zig:12   | Noticed Hosis the pandemonium lord
218207 | Zig:12   | Noticed Imugal the pandemonium lord
218207 | Zig:12   | Noticed Maepsoig the pandemonium lord
218207 | Zig:12   | Noticed Errueq the pandemonium lord
218207 | Zig:12   | Noticed Qeun the pandemonium lord
218207 | Zig:12   | Noticed Baapnil the pandemonium lord
218207 | Zig:12   | Noticed Acsaapuh the pandemonium lord
218207 | Zig:12   | Noticed Nyh Mif Pudgh the pandemonium lord
218207 | Zig:12   | Noticed Ponkusua the pandemonium lord
218207 | Zig:12   | Noticed Ditwoas the pandemonium lord
218207 | Zig:12   | Noticed Doreen the pandemonium lord
218207 | Zig:12   | Noticed Anots the pandemonium lord
218207 | Zig:12   | Noticed Mimnioze the pandemonium lord
218207 | Zig:12   | Noticed Wanilono the pandemonium lord
218207 | Zig:12   | Noticed Deusud the pandemonium lord
218207 | Zig:12   | Noticed Hautuap the pandemonium lord
218207 | Zig:12   | Noticed Loehisk the pandemonium lord
218209 | Zig:12   | Noticed Hela the pandemonium lord
218209 | Zig:12   | Noticed Cota the pandemonium lord
218209 | Zig:12   | Killed Loehisk the pandemonium lord
218211 | Zig:12   | Noticed Cats the pandemonium lord
218212 | Zig:12   | Noticed Fumniul the pandemonium lord
218212 | Zig:12   | Killed Mimnioze the pandemonium lord
218215 | Zig:12   | Killed Wanilono the pandemonium lord
218216 | Zig:12   | Noticed Heirgh the pandemonium lord
218217 | Zig:12   | Noticed Ucuokh the pandemonium lord
218217 | Zig:12   | Noticed Kuenigen the pandemonium lord
218218 | Zig:12   | Noticed Zauh the pandemonium lord
218219 | Zig:12   | Killed Ditwoas the pandemonium lord
218219 | Zig:12   | Killed Alexi the pandemonium lord
218220 | Zig:12   | Noticed Nudippy the pandemonium lord
218221 | Zig:12   | Killed Maepsoig the pandemonium lord
218221 | Zig:12   | Killed Baapnil the pandemonium lord
218223 | Zig:12   | Noticed Vufoad the pandemonium lord
218223 | Zig:12   | Noticed Hueteosch the pandemonium lord
218224 | Zig:12   | Killed Fumniul the pandemonium lord
218224 | Zig:12   | Killed Anots the pandemonium lord
218224 | Zig:12   | Killed Nudippy the pandemonium lord
218224 | Zig:12   | Killed Hela the pandemonium lord
218226 | Zig:12   | Killed Kuenigen the pandemonium lord
218227 | Zig:12   | Noticed Xacsezih the pandemonium lord
218227 | Zig:12   | Killed Hautuap the pandemonium lord
218228 | Zig:12   | Noticed Ipsaf the pandemonium lord
218228 | Zig:12   | Killed Deusud the pandemonium lord
218229 | Zig:12   | Noticed Durcheunt the pandemonium lord
218229 | Zig:12   | Noticed Dakafiep the pandemonium lord
218229 | Zig:12   | Killed Doreen the pandemonium lord
218230 | Zig:12   | Noticed Fozyulotud the pandemonium lord
218230 | Zig:12   | Killed Zauh the pandemonium lord
218233 | Zig:12   | Noticed Luikh the pandemonium lord
218234 | Zig:12   | Killed Nyh Mif Pudgh the pandemonium lord
218234 | Zig:12   | Killed Heirgh the pandemonium lord
218234 | Zig:12   | Killed Vufoad the pandemonium lord
218235 | Zig:12   | Noticed Lecrusoj the pandemonium lord
218236 | Zig:12   | Killed Xacsezih the pandemonium lord
218236 | Zig:12   | Killed Ponkusua the pandemonium lord
218236 | Zig:12   | Killed Dyze the pandemonium lord
218236 | Zig:12   | Killed Errueq the pandemonium lord
218236 | Zig:12   | Killed Acsaapuh the pandemonium lord
218238 | Zig:12   | Noticed Bielenitt the pandemonium lord
218238 | Zig:12   | Noticed Pewkun the pandemonium lord
218238 | Zig:12   | Killed Daut the pandemonium lord
218238 | Zig:12   | Killed Lecrusoj the pandemonium lord
218238 | Zig:12   | Killed Qykkiog the pandemonium lord
218238 | Zig:12   | Killed Qeun the pandemonium lord
218238 | Zig:12   | Killed Hosis the pandemonium lord
218238 | Zig:12   | Killed Ucuokh the pandemonium lord
218240 | Zig:12   | Noticed Puesasmexi the pandemonium lord
218240 | Zig:12   | Noticed Zoppozai the pandemonium lord
218240 | Zig:12   | Noticed Additeur the pandemonium lord
218240 | Zig:12   | Killed Ipsaf the pandemonium lord
218240 | Zig:12   | Killed Tuitec the pandemonium lord
218241 | Zig:12   | Killed Hueteosch the pandemonium lord
218242 | Zig:12   | Noticed Uschoqie the pandemonium lord
218242 | Zig:12   | Killed Bielenitt the pandemonium lord
218243 | Zig:12   | Killed Pewkun the pandemonium lord
218243 | Zig:12   | Killed Tutsoass the pandemonium lord
218243 | Zig:12   | Killed Luikh the pandemonium lord
218243 | Zig:12   | Killed Zoppozai the pandemonium lord
218244 | Zig:12   | Killed Hobiofu the pandemonium lord
218244 | Zig:12   | Killed Riokkaf the pandemonium lord
218244 | Zig:12   | Killed Cats the pandemonium lord
218244 | Zig:12   | Killed Dakafiep the pandemonium lord
218244 | Zig:12   | Killed Uschoqie the pandemonium lord
218244 | Zig:12   | Killed Bakhlus the pandemonium lord
218244 | Zig:12   | Killed Puesasmexi the pandemonium lord
218245 | Zig:12   | Noticed Aruc the pandemonium lord
218246 | Zig:12   | Killed Aruc the pandemonium lord
218246 | Zig:12   | Killed Additeur the pandemonium lord
218246 | Zig:12   | Killed Durcheunt the pandemonium lord
218246 | Zig:12   | Killed Cota the pandemonium lord
218247 | Zig:12   | Noticed Okophaneub the pandemonium lord
218248 | Zig:12   | Noticed Tekkehul the pandemonium lord
218248 | Zig:12   | Noticed Coagripli the pandemonium lord
218251 | Zig:12   | Killed Fozyulotud the pandemonium lord
218251 | Zig:12   | Killed Okophaneub the pandemonium lord
218251 | Zig:12   | Killed Imugal the pandemonium lord
218251 | Zig:12   | Killed Coagripli the pandemonium lord
218253 | Zig:12   | Killed Tekkehul the pandemonium lord
218255 | Zig:12   | Noticed Ryeme the pandemonium lord
218255 | Zig:12   | Noticed Icaeso the pandemonium lord
218256 | Zig:12   | Noticed Ekeuplan the pandemonium lord
218256 | Zig:12   | Noticed Vulyen the pandemonium lord
218259 | Zig:12   | Killed Ryeme the pandemonium lord
218259 | Zig:12   | Killed Ekeuplan the pandemonium lord
218260 | Zig:12   | Killed Meobet the pandemonium lord
218260 | Zig:12   | Killed Wiongan the pandemonium lord
218260 | Zig:12   | Killed Vulyen the pandemonium lord
218260 | Zig:12   | Killed Icaeso the pandemonium lord
218261 | Zig:12   | Noticed Beath the pandemonium lord
218261 | Zig:12   | Killed Beath the pandemonium lord
218262 | Zig:12   | Noticed Iroeduudgh the pandemonium lord
218262 | Zig:12   | Noticed Syath the pandemonium lord
218265 | Zig:12   | Noticed Tely the pandemonium lord
218268 | Zig:12   | Killed Syath the pandemonium lord
218268 | Zig:12   | Killed Iroeduudgh the pandemonium lord
218274 | Zig:12   | Killed Tely the pandemonium lord
218303 | Zig:12   | Identified the Guide on Floating Shape Shifting
218307 | Zig:12   | Got a pitted brass ring
218317 | Zig:12   | Identified the +2 pair of boots "Xaukecu" {MR- Str+4 Int+4 Dex+4} (You found it on level 12 of a ziggurat)
218324 | Zig:12   | Got a glittering diamond amulet
218325 | Zig:12   | Identified the amulet of Suspicion {rElec rPois Regen+ Int+3 Dex-3} (You found it on level 12 of a ziggurat)
218328 | Zig:12   | Identified the cursed ring of Attitude {rElec Str-3 Int+3} (You found it on level 12 of a ziggurat)
218337 | Zig:12   | Got a crystal demon whip
218338 | Zig:12   | Identified the +5 demon whip "Feeget" {drain, Int+2 Dex+3 SInv} (You found it on level 12 of a ziggurat)
218393 | Zig:13   | Entered Level 13 of a ziggurat
218444 | Zig:13   | Got a crude lead ring
218446 | Zig:13   | Identified the ring "Xetedwus" {MR++ MP+9 Str-3 SInv} (You found it on level 13 of a ziggurat)
218452 | Zig:13   | Got a transparent golden ring
218454 | Zig:13   | Identified the ring of the Hare {rF+ Dex+3} (You found it on level 13 of a ziggurat)
218459 | Zig:13   | Got a brightly glowing turquoise ring
218460 | Zig:13   | Identified the ring of Coprient {Wiz rF+} (You found it on level 13 of a ziggurat)
218473 | Zig:13   | Got a crystal eveningstar
218474 | Zig:13   | Identified the +5 eveningstar "Rufe Wum" {antimagic, Dex+4} (You found it on level 13 of a ziggurat)
218483 | Zig:13   | Got a twitching tin ring
218485 | Zig:13   | Identified the cursed ring of Springtime {rN+ EV-4} (You found it on level 13 of a ziggurat)
218491 | Zig:13   | Got a slimy bone ring
218492 | Zig:13   | Identified the cursed ring "Wubeb" {rF- MR+ Int+3 Dex-5} (You found it on level 13 of a ziggurat)
218521 | Zig:13   | Identified Sif Muna's Reference Book on Destructive Augmentations
218531 | Zig:14   | Entered Level 14 of a ziggurat
218588 | Zig:14   | Noticed Cyphil the pandemonium lord
218591 | Zig:14   | Killed Cyphil the pandemonium lord
218663 | Zig:14   | Got a warped graven amulet
218664 | Zig:14   | Identified the amulet "Vaetsema" {Faith rF- MP-9 Int+5} (You found it on level 14 of a ziggurat)
218669 | Zig:14   | Got a steaming sapphire amulet
218670 | Zig:14   | Identified the amulet of Horickuv {Reflect MR+ Int+2 Dex+3 SH+3 Stlth-} (You found it on level 14 of a ziggurat)
218745 | Zig:15   | Entered Level 15 of a ziggurat
218792 | Zig:15   | Identified the +9 ice dragon scales of the Shining Light {rF- rC++ Regen+} (You found it on level 15 of a ziggurat)
218797 | Zig:15   | Got a slimy steel ring
218799 | Zig:15   | Identified the ring "Pyoduuj" {MR+ Int+3 SInv Stlth+} (You found it on level 15 of a ziggurat)
218938 | Zig:16   | Entered Level 16 of a ziggurat
219002 | Zig:16   | Got a fine silver amulet
219003 | Zig:16   | Identified the amulet of the Visionary {Spirit rN+ Dex+4} (You found it on level 16 of a ziggurat)
219007 | Zig:16   | Got a brightly glowing pewter ring
219008 | Zig:16   | Identified the ring of Kostil {rPois rF+ rC+} (You found it on level 16 of a ziggurat)
219161 | Zig:17   | Entered Level 17 of a ziggurat
219252 | Zig:17   | Got a slimy hunting sling
219253 | Zig:17   | Identified the cursed +3 hunting sling "Trog's Fury" {venom, rC+ rN+ MR+ SInv} (You found it on level 17 of a ziggurat)
219431 | Zig:18   | Entered Level 18 of a ziggurat
219556 | Zig:18   | Identified the +9 demon trident "Goblinbane" {pain, +Blink rPois Dex+3} (You found it on level 18 of a ziggurat)
219574 | Zig:18   | Got a pitted fustibalus
219575 | Zig:18   | Identified the cursed +0 fustibalus of the Aged Songs {flame, rF+ rC+} (You found it on level 18 of a ziggurat)
219663 | Zig:18   | Identified Sif Muna's Tome of the Five Stars
219675 | Zig:19   | Entered Level 19 of a ziggurat
219675 | Zig:19   | Noticed a greater mummy
219675 | Zig:19   | Noticed a greater mummy
219675 | Zig:19   | Noticed a greater mummy
219675 | Zig:19   | Noticed a greater mummy
219675 | Zig:19   | Noticed a greater mummy
219675 | Zig:19   | Noticed a greater mummy
219675 | Zig:19   | Noticed a greater mummy
219675 | Zig:19   | Noticed a greater mummy
219683 | Zig:19   | Killed a greater mummy
219683 | Zig:19   | Killed a greater mummy
219683 | Zig:19   | Killed a greater mummy
219683 | Zig:19   | Killed a greater mummy
219683 | Zig:19   | Killed a greater mummy
219683 | Zig:19   | Killed a greater mummy
219685 | Zig:19   | Killed a greater mummy
219687 | Zig:19   | Killed a greater mummy
219688 | Zig:19   | Noticed a greater mummy
219688 | Zig:19   | Noticed a greater mummy
219693 | Zig:19   | Noticed a greater mummy
219693 | Zig:19   | Noticed a greater mummy
219693 | Zig:19   | Killed a greater mummy
219694 | Zig:19   | Noticed a greater mummy
219696 | Zig:19   | Killed a greater mummy
219698 | Zig:19   | Noticed a greater mummy
219698 | Zig:19   | Killed a greater mummy
219699 | Zig:19   | Noticed a greater mummy
219699 | Zig:19   | Killed a greater mummy
219702 | Zig:19   | Killed a greater mummy
219703 | Zig:19   | Noticed a greater mummy
219703 | Zig:19   | Killed a greater mummy
219703 | Zig:19   | Killed a greater mummy
219703 | Zig:19   | Killed a greater mummy
219706 | Zig:19   | Noticed a greater mummy
219708 | Zig:19   | Noticed a greater mummy
219709 | Zig:19   | Noticed a greater mummy
219709 | Zig:19   | Noticed a greater mummy
219712 | Zig:19   | Noticed a greater mummy
219713 | Zig:19   | Noticed a greater mummy
219713 | Zig:19   | Killed a greater mummy
219713 | Zig:19   | Killed a greater mummy
219714 | Zig:19   | Killed a greater mummy
219716 | Zig:19   | Killed a greater mummy
219716 | Zig:19   | Killed a greater mummy
219719 | Zig:19   | Noticed a greater mummy
219719 | Zig:19   | Noticed a greater mummy
219721 | Zig:19   | Noticed a greater mummy
219722 | Zig:19   | Killed a greater mummy
219723 | Zig:19   | Killed a greater mummy
219723 | Zig:19   | Killed a greater mummy
219723 | Zig:19   | Killed a greater mummy
219726 | Zig:19   | Noticed a greater mummy
219727 | Zig:19   | Noticed a greater mummy
219735 | Zig:19   | Noticed a greater mummy
219740 | Zig:19   | Noticed a greater mummy
219743 | Zig:19   | Killed a greater mummy
219745 | Zig:19   | Noticed a greater mummy
219745 | Zig:19   | Killed a greater mummy
219746 | Zig:19   | Killed a greater mummy
219746 | Zig:19   | Killed a greater mummy
219746 | Zig:19   | Killed a greater mummy
219747 | Zig:19   | Noticed a greater mummy
219751 | Zig:19   | Killed a greater mummy
219794 | Zig:19   | Got a flickering golden ring
219796 | Zig:19   | Identified the ring of Lemetitt {rPois rF- Slay+6} (You found it on level 19 of a ziggurat)
219820 | Zig:19   | Got a brightly glowing amber ring
219822 | Zig:19   | Identified the ring "Wyak" {MR+ Str+4 Slay-4 Stlth-} (You found it on level 19 of a ziggurat)
219881 | Zig:20   | Entered Level 20 of a ziggurat
219962 | Zig:20   | Got a translucent lapis lazuli ring
219964 | Zig:20   | Identified the ring of Woydotiu {Fire +Fly Stlth+} (You found it on level 20 of a ziggurat)
219996 | Zig:20   | Identified the Guide on Black Magic
220079 | Zig:21   | Entered Level 21 of a ziggurat
220127 | Zig:21   | Got a sparkling ivory ring
220128 | Zig:21   | Identified the ring "Sohisips" {+Inv rPois rF+} (You found it on level 21 of a ziggurat)
220192 | Zig:21   | Got a transparent hand crossbow
220193 | Zig:21   | Identified the +3 hand crossbow of Eternal Vigilance {penet, Str+3} (You found it on level 21 of a ziggurat)
220307 | Zig:22   | Entered Level 22 of a ziggurat
220402 | Zig:22   | Got a pitted lead amulet
220403 | Zig:22   | Identified the amulet "Beukar" {*Slow +Fly Regen+ Slay+2} (You found it on level 22 of a ziggurat)
220406 | Zig:22   | Got a warped copper ring
220408 | Zig:22   | Identified the ring "Focias" {Wiz rElec Dex+4 Stlth+} (You found it on level 22 of a ziggurat)
220416 | Zig:22   | Got a fine lapis lazuli ring
220419 | Zig:22   | Identified the ring of the Middle {rF+ Str+5} (You found it on level 22 of a ziggurat)
220426 | Zig:22   | Got a vibrating copper amulet
220427 | Zig:22   | Identified the amulet "Hokhoik" {+Rage +Fly rPois Int+3 Dex+2} (You found it on level 22 of a ziggurat)
220437 | Zig:22   | Got a fine hunting sling
220438 | Zig:22   | Identified the +7 hunting sling of the Heart {speed, Int+6} (You found it on level 22 of a ziggurat)
220443 | Zig:22   | Got a serpentine jade ring
220445 | Zig:22   | Identified the cursed ring "Rerufaytt" {rF+ Int-3 Slay+3} (You found it on level 22 of a ziggurat)
220465 | Zig:22   | Got a heavily runed amber ring
220466 | Zig:22   | Identified the ring "Zuuh" {Wiz rN++ Str+4 Dex-4 SInv} (You found it on level 22 of a ziggurat)
220471 | Zig:22   | Got a clouded ruby amulet
220472 | Zig:22   | Identified the amulet "Cutoammial" {Reflect rElec rF+ SH+4} (You found it on level 22 of a ziggurat)
220644 | Zig:23   | Entered Level 23 of a ziggurat
220644 | Zig:23   | Noticed Qewegeci the pandemonium lord
220644 | Zig:23   | Noticed Taokka the pandemonium lord
220644 | Zig:23   | Noticed Viarhine the pandemonium lord
220644 | Zig:23   | Noticed Yczuqell the pandemonium lord
220644 | Zig:23   | Noticed Sasy the pandemonium lord
220644 | Zig:23   | Noticed Beosalaf the pandemonium lord
220644 | Zig:23   | Noticed Fiucadut the pandemonium lord
220644 | Zig:23   | Noticed Daecveeh the pandemonium lord
220644 | Zig:23   | Noticed Weosasir the pandemonium lord
220644 | Zig:23   | Noticed Emulamol the pandemonium lord
220644 | Zig:23   | Noticed Joiggyr the pandemonium lord
220644 | Zig:23   | Noticed Owacoask the pandemonium lord
220644 | Zig:23   | Noticed Buastope the pandemonium lord
220644 | Zig:23   | Noticed Avearuret the pandemonium lord
220644 | Zig:23   | Noticed Giqoss the pandemonium lord
220644 | Zig:23   | Noticed Veuron the pandemonium lord
220644 | Zig:23   | Noticed Weskal Zudghi the pandemonium lord
220644 | Zig:23   | Noticed Oraesic the pandemonium lord
220644 | Zig:23   | Noticed Qucaris the pandemonium lord
220644 | Zig:23   | Noticed Comade the pandemonium lord
220644 | Zig:23   | Noticed Evuv Oczo the pandemonium lord
220644 | Zig:23   | Noticed Wanihe Xiar the pandemonium lord
220644 | Zig:23   | Noticed Aprilino the pandemonium lord
220644 | Zig:23   | Noticed Olelliq the pandemonium lord
220644 | Zig:23   | Noticed Biclosu the pandemonium lord
220644 | Zig:23   | Noticed Fixalic the pandemonium lord
220644 | Zig:23   | Noticed Vusacivoidd the pandemonium lord
220644 | Zig:23   | Noticed Aguam the pandemonium lord
220644 | Zig:23   | Noticed Neumaf the pandemonium lord
220644 | Zig:23   | Noticed Ikkog the pandemonium lord
220644 | Zig:23   | Noticed Xyrra the pandemonium lord
220646 | Zig:23   | Noticed Nozig the pandemonium lord
220648 | Zig:23   | Killed Neumaf the pandemonium lord
220648 | Zig:23   | Killed Xyrra the pandemonium lord
220649 | Zig:23   | Noticed Cugh the pandemonium lord
220650 | Zig:23   | Noticed Palen the pandemonium lord
220651 | Zig:23   | Noticed Suorchikk the pandemonium lord
220651 | Zig:23   | Noticed Lyenum the pandemonium lord
220651 | Zig:23   | Killed Wanihe Xiar the pandemonium lord
220655 | Zig:23   | Noticed Suufit the pandemonium lord
220656 | Zig:23   | Noticed Nutier the pandemonium lord
220656 | Zig:23   | Killed Biclosu the pandemonium lord
220656 | Zig:23   | Killed Qucaris the pandemonium lord
220656 | Zig:23   | Killed Aguam the pandemonium lord
220656 | Zig:23   | Killed Emulamol the pandemonium lord
220657 | Zig:23   | Noticed Xuisecse the pandemonium lord
220657 | Zig:23   | Killed Evuv Oczo the pandemonium lord
220657 | Zig:23   | Killed Taokka the pandemonium lord
220658 | Zig:23   | Noticed Rulehash the pandemonium lord
220658 | Zig:23   | Noticed Guog the pandemonium lord
220659 | Zig:23   | Killed Buastope the pandemonium lord
220659 | Zig:23   | Killed Qewegeci the pandemonium lord
220660 | Zig:23   | Noticed Ageetsidiw the pandemonium lord
220660 | Zig:23   | Noticed Kar Atu the pandemonium lord
220661 | Zig:23   | Noticed Dezxawann the pandemonium lord
220662 | Zig:23   | Noticed Qamonk the pandemonium lord
220662 | Zig:23   | Noticed Fosmeju the pandemonium lord
220663 | Zig:23   | Noticed Idamm the pandemonium lord
220664 | Zig:23   | Noticed Sexis the pandemonium lord
220664 | Zig:23   | Noticed Wekek the pandemonium lord
220664 | Zig:23   | Noticed Niut the pandemonium lord
220664 | Zig:23   | Noticed Pyteyw the pandemonium lord
220664 | Zig:23   | Killed Lyenum the pandemonium lord
220664 | Zig:23   | Killed Suufit the pandemonium lord
220664 | Zig:23   | Killed Nutier the pandemonium lord
220665 | Zig:23   | Killed Weskal Zudghi the pandemonium lord
220665 | Zig:23   | Killed Comade the pandemonium lord
220665 | Zig:23   | Killed Viarhine the pandemonium lord
220665 | Zig:23   | Killed Joiggyr the pandemonium lord
220665 | Zig:23   | Killed Weosasir the pandemonium lord
220667 | Zig:23   | Noticed Jyutog the pandemonium lord
220667 | Zig:23   | Noticed Nytit the pandemonium lord
220667 | Zig:23   | Killed Pyteyw the pandemonium lord
220667 | Zig:23   | Killed Oraesic the pandemonium lord
220667 | Zig:23   | Killed Sasy the pandemonium lord
220668 | Zig:23   | Noticed Releck the pandemonium lord
220668 | Zig:23   | Killed Guog the pandemonium lord
220668 | Zig:23   | Killed Daecveeh the pandemonium lord
220668 | Zig:23   | Killed Veuron the pandemonium lord
220668 | Zig:23   | Killed Tyfurus the pandemonium lord
220668 | Zig:23   | Killed Idamm the pandemonium lord
220668 | Zig:23   | Killed Suorchikk the pandemonium lord
220668 | Zig:23   | Killed Nozig the pandemonium lord
220668 | Zig:23   | Killed Owacoask the pandemonium lord
220668 | Zig:23   | Killed Kar Atu the pandemonium lord
220670 | Zig:23   | Noticed Uquvergh the pandemonium lord
220671 | Zig:23   | Killed Wekek the pandemonium lord
220671 | Zig:23   | Killed Xuisecse the pandemonium lord
220671 | Zig:23   | Killed Uquvergh the pandemonium lord
220671 | Zig:23   | Killed Aprilino the pandemonium lord
220671 | Zig:23   | Killed Beosalaf the pandemonium lord
220671 | Zig:23   | Killed Olelliq the pandemonium lord
220672 | Zig:23   | Noticed Ulybung the pandemonium lord
220673 | Zig:23   | Noticed Uguwoaz Loil the pandemonium lord
220673 | Zig:23   | Noticed Cattarche the pandemonium lord
220673 | Zig:23   | Killed Fixalic the pandemonium lord
220673 | Zig:23   | Killed Rulehash the pandemonium lord
220673 | Zig:23   | Killed Jyutog the pandemonium lord
220674 | Zig:23   | Noticed Dykumm the pandemonium lord
220674 | Zig:23   | Killed Fosmeju the pandemonium lord
220675 | Zig:23   | Noticed Yfrur the pandemonium lord
220675 | Zig:23   | Noticed Ryibbace the pandemonium lord
220676 | Zig:23   | Noticed Naunk the pandemonium lord
220676 | Zig:23   | Noticed Xizelin the pandemonium lord
220676 | Zig:23   | Noticed Guwisupp the pandemonium lord
220676 | Zig:23   | Killed Nytit the pandemonium lord
220676 | Zig:23   | Killed Vusacivoidd the pandemonium lord
220676 | Zig:23   | Killed Releck the pandemonium lord
220676 | Zig:23   | Killed Qamonk the pandemonium lord
220677 | Zig:23   | Noticed Ekaus the pandemonium lord
220677 | Zig:23   | Noticed Aturou the pandemonium lord
220677 | Zig:23   | Killed Ageetsidiw the pandemonium lord
220677 | Zig:23   | Killed Ryibbace the pandemonium lord
220677 | Zig:23   | Killed Niut the pandemonium lord
220677 | Zig:23   | Killed Ucojiomi the pandemonium lord
220677 | Zig:23   | Killed Cattarche the pandemonium lord
220677 | Zig:23   | Killed Avearuret the pandemonium lord
220678 | Zig:23   | Noticed Qekat the pandemonium lord
220678 | Zig:23   | Noticed Ocov the pandemonium lord
220679 | Zig:23   | Noticed Yschoiv the pandemonium lord
220679 | Zig:23   | Noticed Ralaro the pandemonium lord
220680 | Zig:23   | Noticed Poothraorgh the pandemonium lord
220680 | Zig:23   | Noticed Idurch the pandemonium lord
220680 | Zig:23   | Noticed Esineo the pandemonium lord
220680 | Zig:23   | Killed Kocabb the pandemonium lord
220682 | Zig:23   | Noticed Ninuelaomm the pandemonium lord
220682 | Zig:23   | Killed Ekaus the pandemonium lord
220682 | Zig:23   | Killed Fiucadut the pandemonium lord
220682 | Zig:23   | Killed Ninuelaomm the pandemonium lord
220682 | Zig:23   | Killed Qekat the pandemonium lord
220682 | Zig:23   | Killed Esineo the pandemonium lord
220682 | Zig:23   | Killed Giqoss the pandemonium lord
220683 | Zig:23   | Noticed Yriruymp the pandemonium lord
220683 | Zig:23   | Noticed Ifamus the pandemonium lord
220684 | Zig:23   | Noticed Osenwuhi the pandemonium lord
220684 | Zig:23   | Killed Palen the pandemonium lord
220685 | Zig:23   | Noticed Suwkev the pandemonium lord
220685 | Zig:23   | Noticed Loehaipn the pandemonium lord
220685 | Zig:23   | Noticed Ycsiteq the pandemonium lord
220685 | Zig:23   | Noticed Qir Sal the pandemonium lord
220685 | Zig:23   | Noticed Atezxeom the pandemonium lord
220685 | Zig:23   | Noticed Caor the pandemonium lord
220687 | Zig:23   | Killed Ulybung the pandemonium lord
220687 | Zig:23   | Killed Yschoiv the pandemonium lord
220687 | Zig:23   | Killed Uguwoaz Loil the pandemonium lord
220687 | Zig:23   | Killed Ralaro the pandemonium lord
220687 | Zig:23   | Killed Guwisupp the pandemonium lord
220687 | Zig:23   | Killed Ocov the pandemonium lord
220688 | Zig:23   | Noticed Enyfoan the pandemonium lord
220688 | Zig:23   | Killed Aturou the pandemonium lord
220688 | Zig:23   | Killed Ifamus the pandemonium lord
220688 | Zig:23   | Killed Qir Sal the pandemonium lord
220688 | Zig:23   | Killed Yfrur the pandemonium lord
220688 | Zig:23   | Killed Dezxawann the pandemonium lord
220688 | Zig:23   | Killed Idurch the pandemonium lord
220688 | Zig:23   | Killed Xizelin the pandemonium lord
220691 | Zig:23   | Noticed Taafott the pandemonium lord
220691 | Zig:23   | Noticed Gitit the pandemonium lord
220692 | Zig:23   | Killed Cugh the pandemonium lord
220694 | Zig:23   | Noticed Guywe Mixa the pandemonium lord
220694 | Zig:23   | Killed Sexis the pandemonium lord
220694 | Zig:23   | Killed Atezxeom the pandemonium lord
220694 | Zig:23   | Killed Naunk the pandemonium lord
220695 | Zig:23   | Killed Loehaipn the pandemonium lord
220695 | Zig:23   | Killed Osenwuhi the pandemonium lord
220695 | Zig:23   | Killed Yczuqell the pandemonium lord
220696 | Zig:23   | Noticed Tiotauz the pandemonium lord
220696 | Zig:23   | Killed Taafott the pandemonium lord
220697 | Zig:23   | Noticed Kiywn the pandemonium lord
220697 | Zig:23   | Killed Ikkog the pandemonium lord
220697 | Zig:23   | Killed Caor the pandemonium lord
220698 | Zig:23   | Noticed Ibeusture the pandemonium lord
220698 | Zig:23   | Killed Tiotauz the pandemonium lord
220698 | Zig:23   | Killed Gitit the pandemonium lord
220699 | Zig:23   | Killed Poothraorgh the pandemonium lord
220700 | Zig:23   | Noticed Okazaroa the pandemonium lord
220701 | Zig:23   | Noticed Fili the pandemonium lord
220701 | Zig:23   | Killed Ibeusture the pandemonium lord
220701 | Zig:23   | Killed Yriruymp the pandemonium lord
220702 | Zig:23   | Noticed Miseleqi the pandemonium lord
220703 | Zig:23   | Noticed Zavasch the pandemonium lord
220703 | Zig:23   | Killed Guywe Mixa the pandemonium lord
220703 | Zig:23   | Killed Fili the pandemonium lord
220703 | Zig:23   | Killed Ycsiteq the pandemonium lord
220703 | Zig:23   | Killed Okazaroa the pandemonium lord
220703 | Zig:23   | Killed Dykumm the pandemonium lord
220704 | Zig:23   | Noticed Rumaew the pandemonium lord
220705 | Zig:23   | Noticed Wifeizeg the pandemonium lord
220707 | Zig:23   | Killed Enyfoan the pandemonium lord
220707 | Zig:23   | Killed Zavasch the pandemonium lord
220707 | Zig:23   | Killed Lagrepro the pandemonium lord
220708 | Zig:23   | Noticed Hauhong the pandemonium lord
220709 | Zig:23   | Noticed Guore the pandemonium lord
220709 | Zig:23   | Killed Rumaew the pandemonium lord
220709 | Zig:23   | Killed Hauhong the pandemonium lord
220709 | Zig:23   | Killed Suwkev the pandemonium lord
220709 | Zig:23   | Killed Wifeizeg the pandemonium lord
220710 | Zig:23   | Noticed Bipesy the pandemonium lord
220710 | Zig:23   | Noticed Ulanuneum the pandemonium lord
220711 | Zig:23   | Noticed Zorilub the pandemonium lord
220712 | Zig:23   | Noticed Egulattoown the pandemonium lord
220712 | Zig:23   | Killed Fury the pandemonium lord
220712 | Zig:23   | Killed Zorilub the pandemonium lord
220712 | Zig:23   | Killed Kiywn the pandemonium lord
220713 | Zig:23   | Noticed Nagotel the pandemonium lord
220714 | Zig:23   | Killed Miseleqi the pandemonium lord
220715 | Zig:23   | Killed Ulanuneum the pandemonium lord
220715 | Zig:23   | Killed Bipesy the pandemonium lord
220716 | Zig:23   | Noticed Dokiuvvu the pandemonium lord
220716 | Zig:23   | Noticed Teipogug the pandemonium lord
220717 | Zig:23   | Killed Guore the pandemonium lord
220717 | Zig:23   | Killed Egulattoown the pandemonium lord
220718 | Zig:23   | Noticed Esogg the pandemonium lord
220718 | Zig:23   | Noticed Xifowy the pandemonium lord
220719 | Zig:23   | Noticed Tawusag the pandemonium lord
220723 | Zig:23   | Noticed Haedor the pandemonium lord
220723 | Zig:23   | Killed Tawusag the pandemonium lord
220724 | Zig:23   | Noticed Onodolemn the pandemonium lord
220724 | Zig:23   | Killed Dokiuvvu the pandemonium lord
220724 | Zig:23   | Killed Widic the pandemonium lord
220724 | Zig:23   | Killed Teipogug the pandemonium lord
220726 | Zig:23   | Killed Esogg the pandemonium lord
220726 | Zig:23   | Killed Xifowy the pandemonium lord
220726 | Zig:23   | Killed Naic the pandemonium lord
220729 | Zig:23   | Killed Fujeniom the pandemonium lord
220732 | Zig:23   | Noticed Reiffog the pandemonium lord
220733 | Zig:23   | Noticed Bafur the pandemonium lord
220733 | Zig:23   | Noticed Zeuny the pandemonium lord
220733 | Zig:23   | Killed Nagotel the pandemonium lord
220733 | Zig:23   | Killed Onodolemn the pandemonium lord
220734 | Zig:23   | Noticed Pathruxe the pandemonium lord
220734 | Zig:23   | Noticed Wodotiazest the pandemonium lord
220734 | Zig:23   | Killed Beitij the pandemonium lord
220735 | Zig:23   | Noticed Orauppin the pandemonium lord
220736 | Zig:23   | Noticed Toxyd the pandemonium lord
220736 | Zig:23   | Killed Wodotiazest the pandemonium lord
220736 | Zig:23   | Killed Reiffog the pandemonium lord
220736 | Zig:23   | Killed Suumewk the pandemonium lord
220738 | Zig:23   | Noticed Ojomis the pandemonium lord
220739 | Zig:23   | Noticed Tilebyzi the pandemonium lord
220740 | Zig:23   | Killed Bafur the pandemonium lord
220740 | Zig:23   | Killed Haedor the pandemonium lord
220740 | Zig:23   | Killed Pathruxe the pandemonium lord
220740 | Zig:23   | Killed Orauppin the pandemonium lord
220740 | Zig:23   | Killed Wahasi the pandemonium lord
220741 | Zig:23   | Noticed Ciontow the pandemonium lord
220742 | Zig:23   | Killed Ojomis the pandemonium lord
220742 | Zig:23   | Killed Zeuny the pandemonium lord
220743 | Zig:23   | Killed Tilebyzi the pandemonium lord
220743 | Zig:23   | Killed Uckedaun the pandemonium lord
220744 | Zig:23   | Noticed Sawiriziese the pandemonium lord
220744 | Zig:23   | Noticed Nejimm the pandemonium lord
220746 | Zig:23   | Noticed Lifot the pandemonium lord
220748 | Zig:23   | Noticed Paplaas the pandemonium lord
220748 | Zig:23   | Killed Toxyd the pandemonium lord
220749 | Zig:23   | Killed Paplaas the pandemonium lord
220749 | Zig:23   | Killed Sawiriziese the pandemonium lord
220749 | Zig:23   | Killed Ciontow the pandemonium lord
220751 | Zig:23   | Killed Lifot the pandemonium lord
220751 | Zig:23   | Killed Nejimm the pandemonium lord
220752 | Zig:23   | Noticed Eckuph the pandemonium lord
220755 | Zig:23   | Noticed Tusot the pandemonium lord
220757 | Zig:23   | Killed Tusot the pandemonium lord
220760 | Zig:23   | Noticed Irhyg the pandemonium lord
220763 | Zig:23   | Noticed Feoboj the pandemonium lord
220770 | Zig:23   | Noticed Paisk the pandemonium lord
220771 | Zig:23   | Killed Eckuph the pandemonium lord
220776 | Zig:23   | Killed Irhyg the pandemonium lord
220776 | Zig:23   | Killed Paisk the pandemonium lord
220778 | Zig:23   | Killed Feoboj the pandemonium lord
220849 | Zig:23   | Got a coiled ivory ring
220850 | Zig:23   | Identified the ring "Qoum" {rCorr *Drain +Blink Dex+8} (You found it on level 23 of a ziggurat)
220877 | Zig:23   | Got a warped golden ring
220878 | Zig:23   | Identified the ring of Foolhardiness {rF+ Int+3} (You found it on level 23 of a ziggurat)
220883 | Zig:23   | Got a bound pewter ring
220884 | Zig:23   | Identified the ring "Feraneh" {rElec MP+9} (You found it on level 23 of a ziggurat)
220894 | Zig:23   | Identified the Guide on the Lucky Mountains
220896 | Zig:23   | Got a wavering steel ring
220897 | Zig:23   | Identified the ring "Yron" {rElec Str+3} (You found it on level 23 of a ziggurat)
220916 | Zig:23   | Got a twitching lead ring
220917 | Zig:23   | Identified the ring of Piquigim {rPois rF+ rC- MR+ Int+2} (You found it on level 23 of a ziggurat)
220934 | Zig:23   | Identified the Papyrus of the Destructive Arsonist
220985 | Zig:24   | Entered Level 24 of a ziggurat
221049 | Zig:24   | Got a bound copper ring
221051 | Zig:24   | Identified the ring "Vociudgh" {Ice Int+5 Dex-4 Slay+5} (You found it on level 24 of a ziggurat)
221073 | Zig:24   | Identified the Disquisition on Damaging Beguiling
221078 | Zig:24   | Got an ancient steel amulet
221079 | Zig:24   | Identified the amulet "Yseffame" {*Slow +Rage rC++ Str-4 Int+2} (You found it on level 24 of a ziggurat)
221091 | Zig:24   | Got an ancient marble ring
221092 | Zig:24   | Identified the ring of Fost {rF- Str+6 SInv} (You found it on level 24 of a ziggurat)
221096 | Zig:24   | Identified the +1 pair of gloves "Ciffebra" {rElec rN++} (You found it on level 24 of a ziggurat)
221125 | Zig:24   | Identified the +1 fire dragon scales "Tifaod" {*Drain rElec rF++ rC- Str-2 Dex+7} (You found it on level 24 of a ziggurat)
221246 | Zig:25   | Entered Level 25 of a ziggurat
221246 | Zig:25   | Noticed an ancient lich
221246 | Zig:25   | Noticed an ancient lich
221246 | Zig:25   | Noticed an ancient lich
221246 | Zig:25   | Noticed an ancient lich
221246 | Zig:25   | Noticed an ancient lich
221246 | Zig:25   | Noticed an ancient lich
221248 | Zig:25   | Noticed an ancient lich
221248 | Zig:25   | Noticed an ancient lich
221250 | Zig:25   | Noticed an ancient lich
221251 | Zig:25   | Killed an ancient lich
221252 | Zig:25   | Killed an ancient lich
221254 | Zig:25   | Killed an ancient lich
221255 | Zig:25   | Noticed an ancient lich
221255 | Zig:25   | Killed an ancient lich
221256 | Zig:25   | Noticed an ancient lich
221256 | Zig:25   | Noticed an ancient lich
221258 | Zig:25   | Noticed an ancient lich
221259 | Zig:25   | Noticed an ancient lich
221263 | Zig:25   | Noticed an ancient lich
221265 | Zig:25   | Noticed an ancient lich
221265 | Zig:25   | Noticed an ancient lich
221266 | Zig:25   | Noticed an ancient lich
221266 | Zig:25   | Killed an ancient lich
221269 | Zig:25   | Killed an ancient lich
221270 | Zig:25   | Noticed an ancient lich
221270 | Zig:25   | Killed an ancient lich
221270 | Zig:25   | Killed an ancient lich
221271 | Zig:25   | Noticed an ancient lich
221271 | Zig:25   | Noticed an ancient lich
221271 | Zig:25   | Killed an ancient lich
221271 | Zig:25   | Killed an ancient lich
221272 | Zig:25   | Noticed an ancient lich
221272 | Zig:25   | Noticed an ancient lich
221272 | Zig:25   | Killed an ancient lich
221272 | Zig:25   | Killed an ancient lich
221273 | Zig:25   | Noticed an ancient lich
221273 | Zig:25   | Noticed an ancient lich
221273 | Zig:25   | Noticed an ancient lich
221273 | Zig:25   | Noticed an ancient lich
221273 | Zig:25   | Killed an ancient lich
221274 | Zig:25   | Noticed an ancient lich
221274 | Zig:25   | Noticed an ancient lich
221274 | Zig:25   | Noticed an ancient lich
221278 | Zig:25   | Noticed an ancient lich
221278 | Zig:25   | Killed an ancient lich
221280 | Zig:25   | Killed an ancient lich
221280 | Zig:25   | Killed an ancient lich
221281 | Zig:25   | Killed an ancient lich
221282 | Zig:25   | Killed an ancient lich
221283 | Zig:25   | Killed an ancient lich
221283 | Zig:25   | Killed an ancient lich
221284 | Zig:25   | Killed an ancient lich
221284 | Zig:25   | Killed an ancient lich
221286 | Zig:25   | Noticed an ancient lich
221286 | Zig:25   | Noticed an ancient lich
221286 | Zig:25   | Killed an ancient lich
221286 | Zig:25   | Killed an ancient lich
221287 | Zig:25   | Noticed an ancient lich
221287 | Zig:25   | Noticed an ancient lich
221287 | Zig:25   | Killed an ancient lich
221288 | Zig:25   | Noticed an ancient lich
221288 | Zig:25   | Noticed an ancient lich
221288 | Zig:25   | Killed an ancient lich
221289 | Zig:25   | Noticed an ancient lich
221289 | Zig:25   | Noticed an ancient lich
221289 | Zig:25   | Noticed an ancient lich
221290 | Zig:25   | Noticed an ancient lich
221290 | Zig:25   | Killed an ancient lich
221290 | Zig:25   | Killed an ancient lich
221297 | Zig:25   | Killed an ancient lich
221299 | Zig:25   | Killed an ancient lich
221299 | Zig:25   | Killed an ancient lich
221300 | Zig:25   | Noticed an ancient lich
221300 | Zig:25   | Killed an ancient lich
221300 | Zig:25   | Killed an ancient lich
221300 | Zig:25   | Killed an ancient lich
221301 | Zig:25   | Killed an ancient lich
221302 | Zig:25   | Noticed an ancient lich
221302 | Zig:25   | Noticed an ancient lich
221302 | Zig:25   | Killed an ancient lich
221302 | Zig:25   | Killed an ancient lich
221302 | Zig:25   | Killed an ancient lich
221302 | Zig:25   | Killed an ancient lich
221305 | Zig:25   | Killed an ancient lich
221313 | Zig:25   | Killed an ancient lich
221316 | Zig:25   | Killed an ancient lich
221327 | Zig:25   | Noticed an ancient lich
221328 | Zig:25   | Noticed an ancient lich
221328 | Zig:25   | Killed an ancient lich
221330 | Zig:25   | Killed an ancient lich
221338 | Zig:25   | Killed an ancient lich
221340 | Zig:25   | Killed an ancient lich
221343 | Zig:25   | Noticed an ancient lich
221353 | Zig:25   | Killed an ancient lich
221370 | Zig:25   | Got a coiled garnet amulet
221371 | Zig:25   | Identified the amulet "Kikeos" {Spirit +Inv Int+7} (You found it on level 25 of a ziggurat)
221393 | Zig:25   | Got a smoking bronze ring
221394 | Zig:25   | Identified the ring of Beogh's Scorn {-Tele Dex+5 SInv Stlth-} (You found it on level 25 of a ziggurat)
221430 | Zig:25   | Got a brightly glowing steel amulet
221431 | Zig:25   | Identified the amulet "Moosae" {Spirit rElec rF- rN+ MP+9} (You found it on level 25 of a ziggurat)
221437 | Zig:25   | Got a slimy ivory amulet
221438 | Zig:25   | Identified the amulet "Zootey" {Inacc -Tele rN+++ MR- Str+4} (You found it on level 25 of a ziggurat)
221455 | Zig:25   | Got a glittering brass ring
221456 | Zig:25   | Identified the ring of Jopseajierch {+Blink rN+} (You found it on level 25 of a ziggurat)
221462 | Zig:25   | Got a shimmering granite ring
221463 | Zig:25   | Identified the ring "Fefu" {rElec rPois Dex+2 SInv Stlth-} (You found it on level 25 of a ziggurat)
221469 | Zig:25   | Identified the +0 cloak of Mezcal {+Inv +Fly rElec Int-3} (You found it on level 25 of a ziggurat)
221618 | Zig:26   | Entered Level 26 of a ziggurat
221694 | Zig:26   | Got a flickering ivory ring
221695 | Zig:26   | Identified the ring "Yqoymepp" {Int+2 Stlth+} (You found it on level 26 of a ziggurat)
221699 | Zig:26   | Got a scorched hand crossbow
221700 | Zig:26   | Identified the +11 hand crossbow of Karma {venom, *Corrode rN+ Str+3 Dex+2} (You found it on level 26 of a ziggurat)
221707 | Zig:26   | Identified the +2 cloak "Qiung" {rCorr Dex+2} (You found it on level 26 of a ziggurat)
221717 | Zig:26   | Got a clouded tin ring
221718 | Zig:26   | Identified the ring of Knowledge {rC+++ rN++ Str+2 Int-5 Stlth-} (You found it on level 26 of a ziggurat)
221728 | Zig:26   | Identified Komaewul's Tome of the Dusty Traveller
221739 | Zig:26   | Got a smoking silver ring
221740 | Zig:26   | Identified the ring "Rahej" {Ice Str-5 Dex+4} (You found it on level 26 of a ziggurat)
221757 | Zig:26   | Got an ancient broad axe
221758 | Zig:26   | Identified the +4 broad axe of Wounding {venom, rPois rC+ Int+5} (You found it on level 26 of a ziggurat)
221924 | Zig:27   | Entered Level 27 of a ziggurat
222045 | Zig:27   | Got an ichor-stained broad axe
222046 | Zig:27   | Identified the cursed +2 broad axe of Lies {drain, +Fly rElec rPois rC++} (You found it on level 27 of a ziggurat)
222051 | Zig:27   | Got a serpentine granite ring
222054 | Zig:27   | Identified the cursed ring of Dishonesty {MR+ Dex-2} (You found it on level 27 of a ziggurat)
222065 | Zig:27   | Got a steaming jade amulet
222066 | Zig:27   | Identified the amulet "Hotzoe" {Reflect rElec MP+9 SH+3} (You found it on level 27 of a ziggurat)
222151 | Depths:2 | Identified the +13 crystal plate armour "Osom" {rPois} (You acquired it on level 2 of the Depths)
222152 | Depths:2 | Identified the -5 large shield "Uhagut" {rPois rF+ Slay+3} (You acquired it on level 2 of the Depths)
222221 | Zig:1    | Entered Level 1 of a ziggurat
222241 | Zig:2    | Entered Level 2 of a ziggurat
222241 | Zig:2    | Noticed an ancient lich
222241 | Zig:2    | Noticed an ancient lich
222241 | Zig:2    | Noticed an ancient lich
222250 | Zig:2    | Noticed an ancient lich
222252 | Zig:2    | Killed an ancient lich
222255 | Zig:2    | Killed an ancient lich
222255 | Zig:2    | Killed an ancient lich
222256 | Zig:2    | Noticed an ancient lich
222268 | Zig:2    | Killed an ancient lich
222270 | Zig:2    | Killed an ancient lich
222311 | Zig:3    | Entered Level 3 of a ziggurat
222352 | Zig:3    | Got a flickering glass ring
222354 | Zig:3    | Identified the ring "Otzakous" {EV+3 Str+2} (You found it on level 3 of a ziggurat)
222389 | Zig:4    | Entered Level 4 of a ziggurat
222432 | Zig:4    | Got a scorched lead ring
222433 | Zig:4    | Identified the ring of the Sun {-Tele rC+ Int+4 Slay+3} (You found it on level 4 of a ziggurat)
222497 | Zig:5    | Entered Level 5 of a ziggurat
222613 | Zig:6    | Entered Level 6 of a ziggurat
222671 | Zig:6    | Identified the Volume of Enchantment and Calling
222701 | Zig:7    | Entered Level 7 of a ziggurat
222728 | Zig:7    | Paralysed by a floating eye for 2 turns
222816 | Zig:8    | Entered Level 8 of a ziggurat
222943 | Zig:8    | Got a scorched granite ring
222945 | Zig:8    | Identified the ring "Xotzuef" {rPois Dex+4} (You found it on level 8 of a ziggurat)
223013 | Zig:9    | Entered Level 9 of a ziggurat
223146 | Zig:10   | Entered Level 10 of a ziggurat
223146 | Zig:10   | Noticed a juggernaut
223146 | Zig:10   | Noticed a juggernaut
223146 | Zig:10   | Noticed a juggernaut
223146 | Zig:10   | Noticed a juggernaut
223148 | Zig:10   | Noticed a juggernaut
223148 | Zig:10   | Noticed a juggernaut
223148 | Zig:10   | Noticed a juggernaut
223148 | Zig:10   | Noticed a juggernaut
223151 | Zig:10   | Noticed a juggernaut
223152 | Zig:10   | Noticed a juggernaut
223153 | Zig:10   | Noticed a juggernaut
223153 | Zig:10   | Noticed a juggernaut
223153 | Zig:10   | Noticed a juggernaut
223157 | Zig:10   | Noticed a juggernaut
223157 | Zig:10   | Noticed a juggernaut
223159 | Zig:10   | Noticed a juggernaut
223159 | Zig:10   | Killed a juggernaut
223159 | Zig:10   | Killed a juggernaut
223159 | Zig:10   | Killed a juggernaut
223159 | Zig:10   | Killed a juggernaut
223160 | Zig:10   | Noticed a juggernaut
223160 | Zig:10   | Noticed a juggernaut
223160 | Zig:10   | Killed a juggernaut
223160 | Zig:10   | Killed a juggernaut
223160 | Zig:10   | Killed a juggernaut
223160 | Zig:10   | Killed a juggernaut
223160 | Zig:10   | Killed a juggernaut
223161 | Zig:10   | Killed a juggernaut
223161 | Zig:10   | Killed a juggernaut
223161 | Zig:10   | Killed a juggernaut
223161 | Zig:10   | Killed a juggernaut
223163 | Zig:10   | Killed a juggernaut
223163 | Zig:10   | Killed a juggernaut
223163 | Zig:10   | Killed a juggernaut
223164 | Zig:10   | Noticed a juggernaut
223164 | Zig:10   | Noticed a juggernaut
223164 | Zig:10   | Killed a juggernaut
223164 | Zig:10   | Killed a juggernaut
223165 | Zig:10   | Noticed a juggernaut
223172 | Zig:10   | Killed a juggernaut
223172 | Zig:10   | Killed a juggernaut
223173 | Zig:10   | Killed a juggernaut
223216 | Zig:10   | Identified the Disquisition on Boosting Execration
223319 | Zig:11   | Entered Level 11 of a ziggurat
223319 | Zig:11   | Noticed a greater mummy
223319 | Zig:11   | Noticed a greater mummy
223319 | Zig:11   | Noticed a greater mummy
223319 | Zig:11   | Noticed a greater mummy
223319 | Zig:11   | Noticed a greater mummy
223319 | Zig:11   | Noticed a greater mummy
223319 | Zig:11   | Noticed a greater mummy
223319 | Zig:11   | Noticed a greater mummy
223319 | Zig:11   | Noticed a greater mummy
223319 | Zig:11   | Noticed a greater mummy
223319 | Zig:11   | Noticed a greater mummy
223319 | Zig:11   | Noticed a greater mummy
223331 | Zig:11   | Killed a greater mummy
223334 | Zig:11   | Killed a greater mummy
223334 | Zig:11   | Killed a greater mummy
223335 | Zig:11   | Killed a greater mummy
223337 | Zig:11   | Noticed a greater mummy
223337 | Zig:11   | Noticed a greater mummy
223337 | Zig:11   | Killed a greater mummy
223337 | Zig:11   | Killed a greater mummy
223337 | Zig:11   | Killed a greater mummy
223337 | Zig:11   | Killed a greater mummy
223338 | Zig:11   | Noticed a greater mummy
223338 | Zig:11   | Noticed a greater mummy
223338 | Zig:11   | Killed a greater mummy
223338 | Zig:11   | Killed a greater mummy
223339 | Zig:11   | Noticed a greater mummy
223339 | Zig:11   | Noticed a greater mummy
223339 | Zig:11   | Killed a greater mummy
223340 | Zig:11   | Noticed a greater mummy
223340 | Zig:11   | Noticed a greater mummy
223342 | Zig:11   | Noticed a greater mummy
223342 | Zig:11   | Killed a greater mummy
223344 | Zig:11   | Killed a greater mummy
223345 | Zig:11   | Noticed a greater mummy
223345 | Zig:11   | Noticed a greater mummy
223345 | Zig:11   | Killed a greater mummy
223345 | Zig:11   | Killed a greater mummy
223345 | Zig:11   | Killed a greater mummy
223346 | Zig:11   | Noticed a greater mummy
223346 | Zig:11   | Killed a greater mummy
223347 | Zig:11   | Killed a greater mummy
223348 | Zig:11   | Killed a greater mummy
223349 | Zig:11   | Noticed a greater mummy
223350 | Zig:11   | Noticed a greater mummy
223351 | Zig:11   | Noticed a greater mummy
223352 | Zig:11   | Killed a greater mummy
223353 | Zig:11   | Killed a greater mummy
223353 | Zig:11   | Killed a greater mummy
223354 | Zig:11   | Noticed a greater mummy
223354 | Zig:11   | Killed a greater mummy
223354 | Zig:11   | Killed a greater mummy
223355 | Zig:11   | Noticed a greater mummy
223355 | Zig:11   | Killed a greater mummy
223356 | Zig:11   | Killed a greater mummy
223357 | Zig:11   | Noticed a greater mummy
223360 | Zig:11   | Noticed a greater mummy
223361 | Zig:11   | Killed a greater mummy
223362 | Zig:11   | Killed a greater mummy
223362 | Zig:11   | Killed a greater mummy
223367 | Zig:11   | Killed a greater mummy
223368 | Zig:11   | Killed a greater mummy
223374 | Zig:11   | Got a steaming platinum amulet
223375 | Zig:11   | Identified the amulet "Gekk" {rElec rPois Regen+ Dex+2} (You found it on level 11 of a ziggurat)
223378 | Zig:11   | Got an iridescent hand crossbow
223379 | Zig:11   | Identified the +1 hand crossbow of Disintegration {penet, rElec MR+ Str+4} (You found it on level 11 of a ziggurat)
223407 | Zig:11   | Identified the Compendium of Calling
223411 | Zig:11   | Identified Dispater's Papyrus of Stones
223469 | Zig:12   | Entered Level 12 of a ziggurat
223522 | Zig:12   | Got a steaming silver ring
223524 | Zig:12   | Identified the ring "Gidu Et Uthri" {rPois rC- rN+ Int+5 Dex+5} (You found it on level 12 of a ziggurat)
223670 | Zig:13   | Entered Level 13 of a ziggurat
223670 | Zig:13   | Noticed a juggernaut
223670 | Zig:13   | Noticed a juggernaut
223670 | Zig:13   | Noticed a juggernaut
223670 | Zig:13   | Noticed a juggernaut
223670 | Zig:13   | Noticed a juggernaut
223670 | Zig:13   | Noticed a juggernaut
223670 | Zig:13   | Noticed a juggernaut
223670 | Zig:13   | Noticed a juggernaut
223670 | Zig:13   | Noticed a juggernaut
223670 | Zig:13   | Noticed a juggernaut
223673 | Zig:13   | Noticed a juggernaut
223675 | Zig:13   | Noticed a juggernaut
223675 | Zig:13   | Noticed a juggernaut
223677 | Zig:13   | Killed a juggernaut
223677 | Zig:13   | Killed a juggernaut
223679 | Zig:13   | Killed a juggernaut
223679 | Zig:13   | Killed a juggernaut
223679 | Zig:13   | Killed a juggernaut
223679 | Zig:13   | Killed a juggernaut
223679 | Zig:13   | Killed a juggernaut
223679 | Zig:13   | Killed a juggernaut
223680 | Zig:13   | Killed a juggernaut
223680 | Zig:13   | Killed a juggernaut
223681 | Zig:13   | Noticed a juggernaut
223681 | Zig:13   | Noticed a juggernaut
223681 | Zig:13   | Noticed a juggernaut
223681 | Zig:13   | Killed a juggernaut
223681 | Zig:13   | Killed a juggernaut
223681 | Zig:13   | Killed a juggernaut
223682 | Zig:13   | Noticed a juggernaut
223683 | Zig:13   | Noticed a juggernaut
223683 | Zig:13   | Noticed a juggernaut
223683 | Zig:13   | Noticed a juggernaut
223683 | Zig:13   | Noticed a juggernaut
223683 | Zig:13   | Noticed a juggernaut
223683 | Zig:13   | Cast into level 2 of the Abyss (orc warlord)
223781 | Zig:13   | Escaped the Abyss
223782 | Zig:13   | Noticed a juggernaut
223782 | Zig:13   | Noticed a juggernaut
223787 | Zig:13   | Noticed a juggernaut
223787 | Zig:13   | Killed a juggernaut
223787 | Zig:13   | Killed a juggernaut
223787 | Zig:13   | Killed a juggernaut
223788 | Zig:13   | Killed a juggernaut
223788 | Zig:13   | Killed a juggernaut
223788 | Zig:13   | Killed a juggernaut
223788 | Zig:13   | Killed a juggernaut
223789 | Zig:13   | Killed a juggernaut
223789 | Zig:13   | Killed a juggernaut
223789 | Zig:13   | Killed a juggernaut
223790 | Zig:13   | Noticed a juggernaut
223790 | Zig:13   | Killed a juggernaut
223792 | Zig:13   | Killed a juggernaut
223798 | Zig:13   | Killed a juggernaut
223830 | Zig:13   | Got a translucent copper amulet
223831 | Zig:13   | Identified the amulet "Weutz" {Inacc rPois MP+9} (You found it on level 13 of a ziggurat)
223834 | Zig:13   | Identified Fyrihih's Papyrus of Burning Lightness
224004 | Zig:14   | Entered Level 14 of a ziggurat
224005 | Zig:14   | Noticed Wootu the pandemonium lord
224005 | Zig:14   | Noticed Ros Eho the pandemonium lord
224006 | Zig:14   | Noticed Edastair the pandemonium lord
224006 | Zig:14   | Noticed Ruxoetucvi the pandemonium lord
224006 | Zig:14   | Noticed Oxougo the pandemonium lord
224012 | Zig:14   | Noticed Suafyur the pandemonium lord
224013 | Zig:14   | Noticed Lienotikk the pandemonium lord
224013 | Zig:14   | Noticed Daomm the pandemonium lord
224013 | Zig:14   | Noticed Jishrousk the pandemonium lord
224013 | Zig:14   | Noticed Kehemyt the pandemonium lord
224014 | Zig:14   | Noticed Hobliac the pandemonium lord
224014 | Zig:14   | Killed Daomm the pandemonium lord
224015 | Zig:14   | Noticed Zaixal the pandemonium lord
224015 | Zig:14   | Killed Ruxoetucvi the pandemonium lord
224015 | Zig:14   | Killed Kehemyt the pandemonium lord
224016 | Zig:14   | Noticed Hemien the pandemonium lord
224016 | Zig:14   | Killed Oxougo the pandemonium lord
224017 | Zig:14   | Noticed Dedaud the pandemonium lord
224017 | Zig:14   | Noticed Kyitiele the pandemonium lord
224017 | Zig:14   | Killed Jishrousk the pandemonium lord
224017 | Zig:14   | Killed Lienotikk the pandemonium lord
224017 | Zig:14   | Killed Kyitiele the pandemonium lord
224017 | Zig:14   | Killed Zaixal the pandemonium lord
224017 | Zig:14   | Killed Hobliac the pandemonium lord
224017 | Zig:14   | Killed Edastair the pandemonium lord
224019 | Zig:14   | Noticed Esieprif the pandemonium lord
224019 | Zig:14   | Noticed Vaxaeze the pandemonium lord
224019 | Zig:14   | Killed Wootu the pandemonium lord
224019 | Zig:14   | Killed Suafyur the pandemonium lord
224020 | Zig:14   | Noticed Vaijiuda the pandemonium lord
224020 | Zig:14   | Noticed Ceceog the pandemonium lord
224020 | Zig:14   | Noticed Cafom the pandemonium lord
224021 | Zig:14   | Noticed Govuam Ofost the pandemonium lord
224021 | Zig:14   | Noticed Bukym the pandemonium lord
224021 | Zig:14   | Killed Cafom the pandemonium lord
224021 | Zig:14   | Killed Ceceog the pandemonium lord
224021 | Zig:14   | Killed Aczuen the pandemonium lord
224022 | Zig:14   | Noticed Waabiung the pandemonium lord
224023 | Zig:14   | Killed Dedaud the pandemonium lord
224023 | Zig:14   | Killed Hemien the pandemonium lord
224024 | Zig:14   | Noticed Muta the pandemonium lord
224025 | Zig:14   | Noticed Upolor the pandemonium lord
224025 | Zig:14   | Noticed Zeir the pandemonium lord
224025 | Zig:14   | Noticed Xaucsou the pandemonium lord
224025 | Zig:14   | Killed Esieprif the pandemonium lord
224025 | Zig:14   | Killed Ros Eho the pandemonium lord
224025 | Zig:14   | Killed Govuam Ofost the pandemonium lord
224028 | Zig:14   | Noticed Cah Lydd the pandemonium lord
224029 | Zig:14   | Noticed Ujothru the pandemonium lord
224029 | Zig:14   | Killed Muta the pandemonium lord
224029 | Zig:14   | Killed Vaijiuda the pandemonium lord
224029 | Zig:14   | Killed Xaucsou the pandemonium lord
224030 | Zig:14   | Noticed Tuziuz the pandemonium lord
224030 | Zig:14   | Killed Zeir the pandemonium lord
224031 | Zig:14   | Noticed Cuffosuu the pandemonium lord
224031 | Zig:14   | Killed Cah Lydd the pandemonium lord
224031 | Zig:14   | Killed Cumeeg the pandemonium lord
224031 | Zig:14   | Killed Tuziuz the pandemonium lord
224032 | Zig:14   | Noticed Ekikhyse the pandemonium lord
224032 | Zig:14   | Noticed Zuve the pandemonium lord
224032 | Zig:14   | Noticed Emihan the pandemonium lord
224032 | Zig:14   | Noticed Hianoll the pandemonium lord
224032 | Zig:14   | Killed Ejoar the pandemonium lord
224032 | Zig:14   | Killed Waabiung the pandemonium lord
224033 | Zig:14   | Noticed Pubboel the pandemonium lord
224035 | Zig:14   | Noticed Habix the pandemonium lord
224036 | Zig:14   | Noticed Hidwod the pandemonium lord
224039 | Zig:14   | Noticed Ampois the pandemonium lord
224039 | Zig:14   | Killed Cuffosuu the pandemonium lord
224041 | Zig:14   | Noticed Edghugg the pandemonium lord
224042 | Zig:14   | Noticed Tyrghotu the pandemonium lord
224042 | Zig:14   | Noticed Koemyt the pandemonium lord
224043 | Zig:14   | Noticed Ejoxzimu the pandemonium lord
224045 | Zig:14   | Killed Upolor the pandemonium lord
224045 | Zig:14   | Killed Habix the pandemonium lord
224045 | Zig:14   | Killed Koemyt the pandemonium lord
224046 | Zig:14   | Noticed Rasis the pandemonium lord
224047 | Zig:14   | Noticed Zaal the pandemonium lord
224047 | Zig:14   | Noticed Piesh the pandemonium lord
224047 | Zig:14   | Killed Piesh the pandemonium lord
224048 | Zig:14   | Killed Emihan the pandemonium lord
224049 | Zig:14   | Noticed Huylla the pandemonium lord
224049 | Zig:14   | Killed Zaal the pandemonium lord
224049 | Zig:14   | Killed Hianoll the pandemonium lord
224049 | Zig:14   | Killed Sialallu the pandemonium lord
224049 | Zig:14   | Killed Pubboel the pandemonium lord
224049 | Zig:14   | Killed Tyrghotu the pandemonium lord
224051 | Zig:14   | Noticed Emenk the pandemonium lord
224051 | Zig:14   | Noticed Zep Fol the pandemonium lord
224051 | Zig:14   | Killed Hidwod the pandemonium lord
224051 | Zig:14   | Killed Huylla the pandemonium lord
224051 | Zig:14   | Killed Rasis the pandemonium lord
224051 | Zig:14   | Killed Ekikhyse the pandemonium lord
224051 | Zig:14   | Killed Bukym the pandemonium lord
224051 | Zig:14   | Killed Ujothru the pandemonium lord
224051 | Zig:14   | Killed Ejoxzimu the pandemonium lord
224051 | Zig:14   | Killed Edghugg the pandemonium lord
224052 | Zig:14   | Noticed Butozimoe the pandemonium lord
224052 | Zig:14   | Killed Bovoen the pandemonium lord
224054 | Zig:14   | Noticed Tafuunt the pandemonium lord
224054 | Zig:14   | Noticed Kyubarch the pandemonium lord
224055 | Zig:14   | Noticed Peipy the pandemonium lord
224055 | Zig:14   | Noticed Juqulliguon the pandemonium lord
224055 | Zig:14   | Noticed Leduf the pandemonium lord
224056 | Zig:14   | Noticed Hodixti the pandemonium lord
224058 | Zig:14   | Killed Ampois the pandemonium lord
224058 | Zig:14   | Killed Zep Fol the pandemonium lord
224058 | Zig:14   | Killed Vaxaeze the pandemonium lord
224058 | Zig:14   | Killed Emenk the pandemonium lord
224058 | Zig:14   | Killed Juqulliguon the pandemonium lord
224059 | Zig:14   | Noticed Anizxiwn the pandemonium lord
224061 | Zig:14   | Noticed Kehaulue the pandemonium lord
224063 | Zig:14   | Noticed Jykiech the pandemonium lord
224064 | Zig:14   | Noticed Vesav the pandemonium lord
224064 | Zig:14   | Killed Leduf the pandemonium lord
224066 | Zig:14   | Noticed Gixkiemu the pandemonium lord
224069 | Zig:14   | Killed Zuve the pandemonium lord
224070 | Zig:14   | Killed Kehaulue the pandemonium lord
224070 | Zig:14   | Killed Hodixti the pandemonium lord
224070 | Zig:14   | Killed Tafuunt the pandemonium lord
224070 | Zig:14   | Killed Butozimoe the pandemonium lord
224070 | Zig:14   | Killed Kyubarch the pandemonium lord
224071 | Zig:14   | Noticed Fabbeen the pandemonium lord
224071 | Zig:14   | Noticed Caluloph the pandemonium lord
224071 | Zig:14   | Killed Vesav the pandemonium lord
224073 | Zig:14   | Noticed Ymuckyh the pandemonium lord
224073 | Zig:14   | Killed Jykiech the pandemonium lord
224074 | Zig:14   | Noticed Heedopli the pandemonium lord
224077 | Zig:14   | Killed Caluloph the pandemonium lord
224078 | Zig:14   | Noticed Agguw the pandemonium lord
224078 | Zig:14   | Killed Peipy the pandemonium lord
224078 | Zig:14   | Killed Woihot the pandemonium lord
224078 | Zig:14   | Killed Ymuckyh the pandemonium lord
224080 | Zig:14   | Killed Zomaink the pandemonium lord
224082 | Zig:14   | Killed Heedopli the pandemonium lord
224082 | Zig:14   | Killed Fabbeen the pandemonium lord
224083 | Zig:14   | Noticed Aremue the pandemonium lord
224083 | Zig:14   | Noticed Ocoeg the pandemonium lord
224084 | Zig:14   | Noticed Coafak the pandemonium lord
224087 | Zig:14   | Noticed Taugh the pandemonium lord
224088 | Zig:14   | Noticed Zujevag the pandemonium lord
224088 | Zig:14   | Killed Agguw the pandemonium lord
224088 | Zig:14   | Killed Anizxiwn the pandemonium lord
224089 | Zig:14   | Killed Ocoeg the pandemonium lord
224089 | Zig:14   | Killed Taugh the pandemonium lord
224089 | Zig:14   | Killed Yfosij the pandemonium lord
224089 | Zig:14   | Killed Aremue the pandemonium lord
224091 | Zig:14   | Killed Gixkiemu the pandemonium lord
224092 | Zig:14   | Killed Zujevag the pandemonium lord
224098 | Zig:14   | Noticed Qenyrgh the pandemonium lord
224099 | Zig:14   | Killed Coafak the pandemonium lord
224100 | Zig:14   | Noticed Muvinoer the pandemonium lord
224100 | Zig:14   | Noticed Vuyfi the pandemonium lord
224100 | Zig:14   | Killed Qenyrgh the pandemonium lord
224100 | Zig:14   | Killed Muvinoer the pandemonium lord
224101 | Zig:14   | Killed Mixtuovue the pandemonium lord
224104 | Zig:14   | Killed Vuyfi the pandemonium lord
224105 | Zig:14   | Noticed Bayx Due the pandemonium lord
224108 | Zig:14   | Killed Rucufabb the pandemonium lord
224111 | Zig:14   | Noticed Xinoiraop the pandemonium lord
224111 | Zig:14   | Killed Bayx Due the pandemonium lord
224112 | Zig:14   | Killed Jytacw the pandemonium lord
224114 | Zig:14   | Killed Xinoiraop the pandemonium lord
224118 | Zig:14   | Noticed Ripiostir the pandemonium lord
224119 | Zig:14   | Killed Ripiostir the pandemonium lord
224249 | Zig:15   | Entered Level 15 of a ziggurat
224359 | Zig:15   | Identified the +1 hat "Gighinuq" {rN+ rCorr} (You found it on level 15 of a ziggurat)
224464 | Zig:15   | Got a fine fustibalus
224465 | Zig:15   | Identified the +8 fustibalus "Xom's Absentmindedness" {speed, -Tele rC+ Str+2 Int+3} (You found it on level 15 of a ziggurat)
224508 | Zig:16   | Entered Level 16 of a ziggurat
224508 | Zig:16   | Noticed a juggernaut
224508 | Zig:16   | Noticed a juggernaut
224508 | Zig:16   | Noticed a juggernaut
224508 | Zig:16   | Noticed a juggernaut
224508 | Zig:16   | Noticed a juggernaut
224508 | Zig:16   | Noticed a juggernaut
224508 | Zig:16   | Noticed a juggernaut
224508 | Zig:16   | Noticed a juggernaut
224508 | Zig:16   | Noticed a juggernaut
224508 | Zig:16   | Noticed a juggernaut
224508 | Zig:16   | Noticed a juggernaut
224518 | Zig:16   | Noticed a juggernaut
224521 | Zig:16   | Noticed a juggernaut
224524 | Zig:16   | Killed a juggernaut
224525 | Zig:16   | Killed a juggernaut
224525 | Zig:16   | Killed a juggernaut
224525 | Zig:16   | Killed a juggernaut
224525 | Zig:16   | Killed a juggernaut
224525 | Zig:16   | Killed a juggernaut
224525 | Zig:16   | Killed a juggernaut
224526 | Zig:16   | Noticed a juggernaut
224526 | Zig:16   | Killed a juggernaut
224526 | Zig:16   | Killed a juggernaut
224526 | Zig:16   | Killed a juggernaut
224526 | Zig:16   | Killed a juggernaut
224527 | Zig:16   | Noticed a juggernaut
224527 | Zig:16   | Noticed a juggernaut
224527 | Zig:16   | Noticed a juggernaut
224527 | Zig:16   | Killed a juggernaut
224527 | Zig:16   | Killed a juggernaut
224528 | Zig:16   | Noticed a juggernaut
224528 | Zig:16   | Noticed a juggernaut
224528 | Zig:16   | Noticed a juggernaut
224528 | Zig:16   | Noticed a juggernaut
224529 | Zig:16   | Noticed a juggernaut
224529 | Zig:16   | Noticed a juggernaut
224529 | Zig:16   | Noticed a juggernaut
224529 | Zig:16   | Noticed a juggernaut
224530 | Zig:16   | Noticed a juggernaut
224530 | Zig:16   | Noticed a juggernaut
224530 | Zig:16   | Noticed a juggernaut
224536 | Zig:16   | Noticed a juggernaut
224536 | Zig:16   | Noticed a juggernaut
224536 | Zig:16   | Killed a juggernaut
224537 | Zig:16   | Noticed a juggernaut
224537 | Zig:16   | Killed a juggernaut
224537 | Zig:16   | Killed a juggernaut
224537 | Zig:16   | Killed a juggernaut
224537 | Zig:16   | Killed a juggernaut
224537 | Zig:16   | Killed a juggernaut
224538 | Zig:16   | Noticed a juggernaut
224538 | Zig:16   | Noticed a juggernaut
224538 | Zig:16   | Killed a juggernaut
224538 | Zig:16   | Killed a juggernaut
224538 | Zig:16   | Killed a juggernaut
224538 | Zig:16   | Killed a juggernaut
224538 | Zig:16   | Killed a juggernaut
224538 | Zig:16   | Killed a juggernaut
224538 | Zig:16   | Killed a juggernaut
224539 | Zig:16   | Noticed a juggernaut
224539 | Zig:16   | Killed a juggernaut
224540 | Zig:16   | Noticed a juggernaut
224540 | Zig:16   | Noticed a juggernaut
224540 | Zig:16   | Noticed a juggernaut
224540 | Zig:16   | Killed a juggernaut
224541 | Zig:16   | Noticed a juggernaut
224541 | Zig:16   | Killed a juggernaut
224542 | Zig:16   | Noticed a juggernaut
224542 | Zig:16   | Noticed a juggernaut
224543 | Zig:16   | Noticed a juggernaut
224547 | Zig:16   | Noticed a juggernaut
224547 | Zig:16   | Killed a juggernaut
224548 | Zig:16   | Killed a juggernaut
224548 | Zig:16   | Killed a juggernaut
224548 | Zig:16   | Killed a juggernaut
224548 | Zig:16   | Killed a juggernaut
224548 | Zig:16   | Killed a juggernaut
224548 | Zig:16   | Killed a juggernaut
224548 | Zig:16   | Killed a juggernaut
224549 | Zig:16   | Killed a juggernaut
224549 | Zig:16   | Killed a juggernaut
224550 | Zig:16   | Killed a juggernaut
224550 | Zig:16   | Killed a juggernaut
224552 | Zig:16   | Noticed a juggernaut
224552 | Zig:16   | Noticed a juggernaut
224553 | Zig:16   | Killed a juggernaut
224555 | Zig:16   | Noticed a juggernaut
224562 | Zig:16   | Killed a juggernaut
224563 | Zig:16   | Killed a juggernaut
224564 | Zig:16   | Killed a juggernaut
224599 | Zig:16   | Got a warped steel amulet
224600 | Zig:16   | Identified the amulet "Zeotis" {RegenMP Fragile Int+7 Slay+4} (You found it on level 16 of a ziggurat)
224636 | Zig:16   | Got a warped brass ring
224637 | Zig:16   | Identified the ring "Otwo" {Fire -Tele rElec Int+3 Dex+8} (You found it on level 16 of a ziggurat)
224847 | Zig:17   | Entered Level 17 of a ziggurat
225036 | Zig:17   | Got a translucent jade amulet
225037 | Zig:17   | Identified the amulet of Abstinence {Harm *Drain Int-3 Dex+3 Slay+2} (You found it on level 17 of a ziggurat)
225089 | Zig:18   | Entered Level 18 of a ziggurat
225245 | Zig:18   | Got a glittering jade ring
225247 | Zig:18   | Identified the ring of the Amoeba {rC+ Stlth-} (You found it on level 18 of a ziggurat)
225260 | Zig:18   | Got a pitted lead amulet
225261 | Zig:18   | Identified the amulet of Quoniufu {Gourm rN+ MR- Int+6} (You found it on level 18 of a ziggurat)
225277 | Zig:18   | Got a brightly glowing ivory ring
225278 | Zig:18   | Identified the ring of Dawn {+Fly rF+ Str-3 Dex+6 Stlth-} (You found it on level 18 of a ziggurat)
225285 | Zig:18   | Got a clouded steel ring
225286 | Zig:18   | Identified the ring "Fadaal Juots" {rCorr rN+ Int+7 Stlth-} (You found it on level 18 of a ziggurat)
225324 | Zig:18   | Identified the Guide on the Mountains and Changing
225330 | Zig:19   | Entered Level 19 of a ziggurat
225404 | Zig:19   | Got a fine ivory ring
225405 | Zig:19   | Identified the ring "Esegeng" {rPois MP+9 Str+5 Dex+4} (You found it on level 19 of a ziggurat)
225649 | Zig:20   | Entered Level 20 of a ziggurat
225654 | Zig:20   | Noticed Kaimuf the pandemonium lord
225654 | Zig:20   | Noticed Lewiucou the pandemonium lord
225664 | Zig:20   | Killed Kaimuf the pandemonium lord
225666 | Zig:20   | Noticed Hafen the pandemonium lord
225669 | Zig:20   | Noticed Yckeon the pandemonium lord
225669 | Zig:20   | Noticed Beupt the pandemonium lord
225670 | Zig:20   | Noticed Qiaxoent the pandemonium lord
225672 | Zig:20   | Noticed Qojore the pandemonium lord
225674 | Zig:20   | Killed Qiaxoent the pandemonium lord
225674 | Zig:20   | Killed Lewiucou the pandemonium lord
225676 | Zig:20   | Noticed Nishawin the pandemonium lord
225676 | Zig:20   | Noticed Hyxupe the pandemonium lord
225676 | Zig:20   | Noticed Lietal the pandemonium lord
225677 | Zig:20   | Noticed Duechuk the pandemonium lord
225677 | Zig:20   | Killed Yckeon the pandemonium lord
225678 | Zig:20   | Noticed Byigurph the pandemonium lord
225678 | Zig:20   | Noticed Nalax the pandemonium lord
225678 | Zig:20   | Killed Nalax the pandemonium lord
225678 | Zig:20   | Killed Joanuig the pandemonium lord
225680 | Zig:20   | Noticed Lasu the pandemonium lord
225680 | Zig:20   | Killed Lietal the pandemonium lord
225681 | Zig:20   | Killed Qojore the pandemonium lord
225682 | Zig:20   | Noticed Quhuv the pandemonium lord
225683 | Zig:20   | Noticed Nanomedd the pandemonium lord
225683 | Zig:20   | Noticed Nathrad the pandemonium lord
225683 | Zig:20   | Killed Beupt the pandemonium lord
225683 | Zig:20   | Killed Hyxupe the pandemonium lord
225683 | Zig:20   | Killed Hafen the pandemonium lord
225684 | Zig:20   | Noticed Wuoclano the pandemonium lord
225684 | Zig:20   | Noticed Joalodap the pandemonium lord
225684 | Zig:20   | Noticed Bipty the pandemonium lord
225684 | Zig:20   | Killed Bipty the pandemonium lord
225684 | Zig:20   | Killed Nathrad the pandemonium lord
225684 | Zig:20   | Killed Wuoclano the pandemonium lord
225685 | Zig:20   | Killed Lasu the pandemonium lord
225685 | Zig:20   | Killed Quhuv the pandemonium lord
225686 | Zig:20   | Noticed Wavor the pandemonium lord
225687 | Zig:20   | Noticed Onunil the pandemonium lord
225687 | Zig:20   | Noticed Edashrog the pandemonium lord
225687 | Zig:20   | Noticed Dethujom the pandemonium lord
225688 | Zig:20   | Noticed Bihixil the pandemonium lord
225688 | Zig:20   | Noticed Plog the pandemonium lord
225688 | Zig:20   | Killed Nishawin the pandemonium lord
225689 | Zig:20   | Noticed Poenk the pandemonium lord
225689 | Zig:20   | Noticed Zylew the pandemonium lord
225690 | Zig:20   | Noticed Ymiut the pandemonium lord
225690 | Zig:20   | Noticed Irphuhon the pandemonium lord
225690 | Zig:20   | Noticed Anarios the pandemonium lord
225691 | Zig:20   | Noticed Wudghua the pandemonium lord
225691 | Zig:20   | Noticed Raulyskey the pandemonium lord
225691 | Zig:20   | Noticed Foisk the pandemonium lord
225691 | Zig:20   | Killed Duechuk the pandemonium lord
225693 | Zig:20   | Noticed Vuxox the pandemonium lord
225694 | Zig:20   | Noticed Lianid the pandemonium lord
225695 | Zig:20   | Killed Irphuhon the pandemonium lord
225696 | Zig:20   | Noticed Vaanuzof the pandemonium lord
225696 | Zig:20   | Noticed Utseut the pandemonium lord
225696 | Zig:20   | Killed Joalodap the pandemonium lord
225697 | Zig:20   | Noticed Nicit the pandemonium lord
225698 | Zig:20   | Noticed Ygrix the pandemonium lord
225698 | Zig:20   | Killed Onunil the pandemonium lord
225698 | Zig:20   | Killed Byigurph the pandemonium lord
225699 | Zig:20   | Noticed Gyef the pandemonium lord
225699 | Zig:20   | Noticed Nizew the pandemonium lord
225699 | Zig:20   | Noticed Yzxyod the pandemonium lord
225699 | Zig:20   | Noticed Vueny the pandemonium lord
225700 | Zig:20   | Killed Foisk the pandemonium lord
225702 | Zig:20   | Killed Zylew the pandemonium lord
225702 | Zig:20   | Killed Wavor the pandemonium lord
225704 | Zig:20   | Killed Ygrix the pandemonium lord
225706 | Zig:20   | Noticed Wuhusaar the pandemonium lord
225706 | Zig:20   | Noticed Jyviwuacw the pandemonium lord
225707 | Zig:20   | Noticed Ithrer the pandemonium lord
225710 | Zig:20   | Killed Vueny the pandemonium lord
225710 | Zig:20   | Killed Raulyskey the pandemonium lord
225711 | Zig:20   | Killed Anarios the pandemonium lord
225711 | Zig:20   | Killed Poenk the pandemonium lord
225711 | Zig:20   | Killed Vaanuzof the pandemonium lord
225711 | Zig:20   | Killed Dethujom the pandemonium lord
225712 | Zig:20   | Noticed Difo Quy the pandemonium lord
225714 | Zig:20   | Noticed Jetenn Oqoh the pandemonium lord
225714 | Zig:20   | Killed Veaneirph the pandemonium lord
225714 | Zig:20   | Killed Wudghua the pandemonium lord
225714 | Zig:20   | Killed Edashrog the pandemonium lord
225715 | Zig:20   | Noticed Vyzalom the pandemonium lord
225715 | Zig:20   | Killed Ymiut the pandemonium lord
225716 | Zig:20   | Killed Nicit the pandemonium lord
225716 | Zig:20   | Killed Nanomedd the pandemonium lord
225717 | Zig:20   | Killed Plog the pandemonium lord
225717 | Zig:20   | Killed Jyviwuacw the pandemonium lord
225717 | Zig:20   | Killed Vyzalom the pandemonium lord
225718 | Zig:20   | Noticed Lauzon the pandemonium lord
225718 | Zig:20   | Noticed Mysud the pandemonium lord
225718 | Zig:20   | Killed Bihixil the pandemonium lord
225718 | Zig:20   | Killed Lianid the pandemonium lord
225718 | Zig:20   | Killed Nizew the pandemonium lord
225718 | Zig:20   | Killed Vuxox the pandemonium lord
225719 | Zig:20   | Noticed Cepril the pandemonium lord
225719 | Zig:20   | Noticed Ziczog the pandemonium lord
225719 | Zig:20   | Killed Gyef the pandemonium lord
225719 | Zig:20   | Killed Wuhusaar the pandemonium lord
225719 | Zig:20   | Killed Mysud the pandemonium lord
225719 | Zig:20   | Killed Ithrer the pandemonium lord
225719 | Zig:20   | Killed Yzxyod the pandemonium lord
225720 | Zig:20   | Noticed Pemagia the pandemonium lord
225721 | Zig:20   | Noticed Ahaanoif the pandemonium lord
225721 | Zig:20   | Noticed Xomaun the pandemonium lord
225721 | Zig:20   | Noticed Diujueto the pandemonium lord
225722 | Zig:20   | Noticed Ilunk the pandemonium lord
225722 | Zig:20   | Noticed Roxos the pandemonium lord
225723 | Zig:20   | Noticed Suaxeiph the pandemonium lord
225723 | Zig:20   | Killed Lauzon the pandemonium lord
225725 | Zig:20   | Noticed Xehiunt the pandemonium lord
225725 | Zig:20   | Noticed Vohikk the pandemonium lord
225725 | Zig:20   | Noticed Wecvero the pandemonium lord
225725 | Zig:20   | Noticed Biacateot the pandemonium lord
225725 | Zig:20   | Killed Jetenn Oqoh the pandemonium lord
225725 | Zig:20   | Killed Diujueto the pandemonium lord
225725 | Zig:20   | Killed Ilunk the pandemonium lord
225726 | Zig:20   | Noticed Qoshoset the pandemonium lord
225726 | Zig:20   | Noticed Ofior the pandemonium lord
225726 | Zig:20   | Noticed Kablepal the pandemonium lord
225727 | Zig:20   | Killed Ofior the pandemonium lord
225728 | Zig:20   | Killed Ahaanoif the pandemonium lord
225728 | Zig:20   | Killed Qoshoset the pandemonium lord
225730 | Zig:20   | Noticed Ifonalas the pandemonium lord
225730 | Zig:20   | Noticed Nocepn the pandemonium lord
225730 | Zig:20   | Killed Utseut the pandemonium lord
225731 | Zig:20   | Killed Kablepal the pandemonium lord
225731 | Zig:20   | Killed Wecvero the pandemonium lord
225732 | Zig:20   | Noticed Eper the pandemonium lord
225732 | Zig:20   | Noticed Luel the pandemonium lord
225732 | Zig:20   | Killed Biacateot the pandemonium lord
225732 | Zig:20   | Killed Roxos the pandemonium lord
225733 | Zig:20   | Noticed Siciwkupt the pandemonium lord
225733 | Zig:20   | Noticed Julegri the pandemonium lord
225733 | Zig:20   | Killed Vohikk the pandemonium lord
225733 | Zig:20   | Killed Nocepn the pandemonium lord
225733 | Zig:20   | Killed Ifonalas the pandemonium lord
225733 | Zig:20   | Killed Ziczog the pandemonium lord
225733 | Zig:20   | Killed Luel the pandemonium lord
225733 | Zig:20   | Killed Suaxeiph the pandemonium lord
225733 | Zig:20   | Killed Difo Quy the pandemonium lord
225733 | Zig:20   | Killed Pemagia the pandemonium lord
225734 | Zig:20   | Noticed Qiqoq the pandemonium lord
225734 | Zig:20   | Noticed Modig the pandemonium lord
225734 | Zig:20   | Killed Xomaun the pandemonium lord
225734 | Zig:20   | Killed Cepril the pandemonium lord
225735 | Zig:20   | Noticed Vorradgha the pandemonium lord
225736 | Zig:20   | Noticed Qocoax the pandemonium lord
225736 | Zig:20   | Noticed Aloh the pandemonium lord
225736 | Zig:20   | Killed Boipteb the pandemonium lord
225736 | Zig:20   | Killed Kerro the pandemonium lord
225737 | Zig:20   | Noticed Syentamm the pandemonium lord
225739 | Zig:20   | Noticed Baah the pandemonium lord
225739 | Zig:20   | Noticed Memeg the pandemonium lord
225741 | Zig:20   | Noticed Cuhuu the pandemonium lord
225741 | Zig:20   | Noticed Waarats the pandemonium lord
225741 | Zig:20   | Killed Xehiunt the pandemonium lord
225741 | Zig:20   | Killed Koref the pandemonium lord
225742 | Zig:20   | Killed Julegri the pandemonium lord
225742 | Zig:20   | Killed Biyb the pandemonium lord
225742 | Zig:20   | Killed Cuhuu the pandemonium lord
225743 | Zig:20   | Noticed Ataif the pandemonium lord
225743 | Zig:20   | Noticed Ynwo the pandemonium lord
225743 | Zig:20   | Killed Memeg the pandemonium lord
225744 | Zig:20   | Noticed Kesidgh the pandemonium lord
225745 | Zig:20   | Killed Ynwo the pandemonium lord
225745 | Zig:20   | Killed Syentamm the pandemonium lord
225746 | Zig:20   | Killed Ataif the pandemonium lord
225746 | Zig:20   | Killed Siciwkupt the pandemonium lord
225746 | Zig:20   | Killed Eper the pandemonium lord
225746 | Zig:20   | Killed Kesidgh the pandemonium lord
225746 | Zig:20   | Killed Aloh the pandemonium lord
225747 | Zig:20   | Noticed Ceggoh the pandemonium lord
225747 | Zig:20   | Killed Waarats the pandemonium lord
225747 | Zig:20   | Killed Baah the pandemonium lord
225748 | Zig:20   | Noticed Ozuace Sita the pandemonium lord
225748 | Zig:20   | Noticed Xugueg the pandemonium lord
225748 | Zig:20   | Killed Modig the pandemonium lord
225749 | Zig:20   | Noticed Niodettu the pandemonium lord
225749 | Zig:20   | Noticed Caung the pandemonium lord
225749 | Zig:20   | Noticed Tyleu the pandemonium lord
225750 | Zig:20   | Noticed Xymi the pandemonium lord
225750 | Zig:20   | Noticed Eramnac the pandemonium lord
225752 | Zig:20   | Noticed Kifiptia the pandemonium lord
225754 | Zig:20   | Noticed Wozaj the pandemonium lord
225754 | Zig:20   | Killed Eramnac the pandemonium lord
225754 | Zig:20   | Killed Qiqoq the pandemonium lord
225755 | Zig:20   | Killed Caung the pandemonium lord
225756 | Zig:20   | Noticed Posysaf the pandemonium lord
225759 | Zig:20   | Noticed Waaru the pandemonium lord
225759 | Zig:20   | Noticed Sosoakk the pandemonium lord
225760 | Zig:20   | Noticed Jajoviavad the pandemonium lord
225760 | Zig:20   | Noticed Tanalod the pandemonium lord
225760 | Zig:20   | Killed Ozuace Sita the pandemonium lord
225760 | Zig:20   | Killed Vorradgha the pandemonium lord
225760 | Zig:20   | Killed Tyleu the pandemonium lord
225760 | Zig:20   | Killed Niodettu the pandemonium lord
225761 | Zig:20   | Noticed Vixzaab the pandemonium lord
225761 | Zig:20   | Killed Waaru the pandemonium lord
225761 | Zig:20   | Killed Sosoakk the pandemonium lord
225761 | Zig:20   | Killed Ymasuff the pandemonium lord
225761 | Zig:20   | Killed Xymi the pandemonium lord
225761 | Zig:20   | Killed Xugueg the pandemonium lord
225761 | Zig:20   | Killed Wozaj the pandemonium lord
225762 | Zig:20   | Noticed Petiom the pandemonium lord
225762 | Zig:20   | Killed Kifiptia the pandemonium lord
225762 | Zig:20   | Killed Tanalod the pandemonium lord
225763 | Zig:20   | Noticed Daff the pandemonium lord
225763 | Zig:20   | Killed Ceggoh the pandemonium lord
225763 | Zig:20   | Killed Posysaf the pandemonium lord
225763 | Zig:20   | Killed Qocoax the pandemonium lord
225764 | Zig:20   | Noticed Vaeri the pandemonium lord
225764 | Zig:20   | Noticed Nough the pandemonium lord
225764 | Zig:20   | Killed Vixzaab the pandemonium lord
225765 | Zig:20   | Noticed Nicwaereo the pandemonium lord
225765 | Zig:20   | Noticed Plog the pandemonium lord
225766 | Zig:20   | Noticed Teoluy the pandemonium lord
225766 | Zig:20   | Noticed Huejuul the pandemonium lord
225767 | Zig:20   | Noticed Suexaet the pandemonium lord
225772 | Zig:20   | Noticed Koeramy the pandemonium lord
225777 | Zig:20   | Noticed Geseoleh the pandemonium lord
225777 | Zig:20   | Noticed Muegunof the pandemonium lord
225777 | Zig:20   | Noticed Ihuusinn the pandemonium lord
225777 | Zig:20   | Killed Petiom the pandemonium lord
225777 | Zig:20   | Killed Nicwaereo the pandemonium lord
225777 | Zig:20   | Killed Suexaet the pandemonium lord
225778 | Zig:20   | Noticed Soschezu the pandemonium lord
225779 | Zig:20   | Noticed Deghone the pandemonium lord
225779 | Zig:20   | Noticed Felaefam the pandemonium lord
225780 | Zig:20   | Noticed Puaxtiun the pandemonium lord
225780 | Zig:20   | Killed Koeramy the pandemonium lord
225780 | Zig:20   | Killed Puaxtiun the pandemonium lord
225780 | Zig:20   | Killed Felaefam the pandemonium lord
225781 | Zig:20   | Noticed Nofe the pandemonium lord
225781 | Zig:20   | Noticed Omae the pandemonium lord
225781 | Zig:20   | Noticed Nuh Noa the pandemonium lord
225785 | Zig:20   | Noticed Ulour the pandemonium lord
225785 | Zig:20   | Noticed Ylaec the pandemonium lord
225786 | Zig:20   | Killed Ylaec the pandemonium lord
225788 | Zig:20   | Noticed Hamum the pandemonium lord
225790 | Zig:20   | Noticed Ycurgh the pandemonium lord
225790 | Zig:20   | Noticed Muryfog the pandemonium lord
225791 | Zig:20   | Noticed Pias the pandemonium lord
225791 | Zig:20   | Noticed Olar the pandemonium lord
225791 | Zig:20   | Noticed Havviu the pandemonium lord
225791 | Zig:20   | Noticed Telam the pandemonium lord
225793 | Zig:20   | Noticed Ikigh the pandemonium lord
225795 | Zig:20   | Noticed Ulihajus the pandemonium lord
225796 | Zig:20   | Killed Nuh Noa the pandemonium lord
225797 | Zig:20   | Noticed Hivogat the pandemonium lord
225797 | Zig:20   | Noticed Qaynn the pandemonium lord
225798 | Zig:20   | Noticed Hiohes the pandemonium lord
225800 | Zig:20   | Noticed Iwecuoc the pandemonium lord
225800 | Zig:20   | Killed Telam the pandemonium lord
225802 | Zig:20   | Killed Hamum the pandemonium lord
225802 | Zig:20   | Killed Olar the pandemonium lord
225805 | Zig:20   | Cast into level 4 of the Abyss (Ulour)
225918 | Abyss:5  | Entered Level 5 of the Abyss
226002 | Zig:20   | Escaped the Abyss
226002 | Zig:20   | Noticed Hurek the pandemonium lord
226007 | Zig:20   | Killed Ycurgh the pandemonium lord
226007 | Zig:20   | Killed Iwecuoc the pandemonium lord
226007 | Zig:20   | Killed Havviu the pandemonium lord
226007 | Zig:20   | Killed Hivogat the pandemonium lord
226007 | Zig:20   | Killed Ikigh the pandemonium lord
226007 | Zig:20   | Killed Omae the pandemonium lord
226008 | Zig:20   | Killed Hiohes the pandemonium lord
226009 | Zig:20   | Noticed Tiape the pandemonium lord
226010 | Zig:20   | Killed Hurek the pandemonium lord
226010 | Zig:20   | Killed Muryfog the pandemonium lord
226012 | Zig:20   | Killed Ihuusinn the pandemonium lord
226013 | Zig:20   | Noticed Wainuof the pandemonium lord
226013 | Zig:20   | Killed Qaynn the pandemonium lord
226013 | Zig:20   | Killed Tiape the pandemonium lord
226015 | Zig:20   | Noticed Huphosao the pandemonium lord
226015 | Zig:20   | Noticed Ijetehioh the pandemonium lord
226019 | Zig:20   | Killed Vaeri the pandemonium lord
226019 | Zig:20   | Killed Nofe the pandemonium lord
226019 | Zig:20   | Killed Huphosao the pandemonium lord
226020 | Zig:20   | Noticed Zegerek the pandemonium lord
226020 | Zig:20   | Killed Huejuul the pandemonium lord
226020 | Zig:20   | Killed Pias the pandemonium lord
226021 | Zig:20   | Killed Geseoleh the pandemonium lord
226022 | Zig:20   | Killed Ulihajus the pandemonium lord
226022 | Zig:20   | Killed Ulour the pandemonium lord
226024 | Zig:20   | Noticed Marerugg the pandemonium lord
226026 | Zig:20   | Killed Zegerek the pandemonium lord
226026 | Zig:20   | Killed Plog the pandemonium lord
226026 | Zig:20   | Killed Muegunof the pandemonium lord
226027 | Zig:20   | Killed Teoluy the pandemonium lord
226030 | Zig:20   | Noticed Kuelach the pandemonium lord
226031 | Zig:20   | Noticed Biotwov the pandemonium lord
226033 | Zig:20   | Noticed Nebbaur the pandemonium lord
226036 | Zig:20   | Noticed Buqausu the pandemonium lord
226037 | Zig:20   | Killed Wainuof the pandemonium lord
226037 | Zig:20   | Killed Ijetehioh the pandemonium lord
226041 | Zig:20   | Killed Marerugg the pandemonium lord
226042 | Zig:20   | Killed Soschezu the pandemonium lord
226051 | Zig:20   | Noticed Echucruz the pandemonium lord
226059 | Zig:20   | Noticed Cittic the pandemonium lord
226070 | Zig:20   | Killed Echucruz the pandemonium lord
226072 | Zig:20   | Killed Cittic the pandemonium lord
226074 | Zig:20   | Noticed Lallinut the pandemonium lord
226083 | Zig:20   | Killed Lallinut the pandemonium lord
226091 | Zig:20   | Killed Nough the pandemonium lord
226095 | Zig:20   | Killed Deghone the pandemonium lord
226098 | Zig:20   | Noticed Duel the pandemonium lord
226099 | Zig:20   | Killed Daff the pandemonium lord
226099 | Zig:20   | Killed Nebbaur the pandemonium lord
226105 | Zig:20   | Killed Duel the pandemonium lord
226105 | Zig:20   | Killed Biotwov the pandemonium lord
226107 | Zig:20   | Killed Buqausu the pandemonium lord
226107 | Zig:20   | Killed Jajoviavad the pandemonium lord
226107 | Zig:20   | Killed Kuelach the pandemonium lord
226262 | Zig:21   | Entered Level 21 of a ziggurat
226270 | Zig:21   | Noticed an ancient lich
226270 | Zig:21   | Noticed an ancient lich
226271 | Zig:21   | Noticed an ancient lich
226271 | Zig:21   | Noticed an ancient lich
226272 | Zig:21   | Noticed an ancient lich
226272 | Zig:21   | Noticed an ancient lich
226272 | Zig:21   | Noticed an ancient lich
226273 | Zig:21   | Noticed an ancient lich
226273 | Zig:21   | Noticed an ancient lich
226273 | Zig:21   | Noticed an ancient lich
226274 | Zig:21   | Noticed an ancient lich
226277 | Zig:21   | Noticed an ancient lich
226277 | Zig:21   | Noticed an ancient lich
226279 | Zig:21   | Noticed an ancient lich
226279 | Zig:21   | Noticed an ancient lich
226279 | Zig:21   | Noticed an ancient lich
226279 | Zig:21   | Noticed an ancient lich
226279 | Zig:21   | Noticed an ancient lich
226279 | Zig:21   | Noticed an ancient lich
226279 | Zig:21   | Killed an ancient lich
226280 | Zig:21   | Noticed an ancient lich
226281 | Zig:21   | Noticed an ancient lich
226281 | Zig:21   | Killed an ancient lich
226281 | Zig:21   | Killed an ancient lich
226282 | Zig:21   | Noticed an ancient lich
226282 | Zig:21   | Noticed an ancient lich
226282 | Zig:21   | Noticed an ancient lich
226282 | Zig:21   | Noticed an ancient lich
226282 | Zig:21   | Noticed an ancient lich
226282 | Zig:21   | Noticed an ancient lich
226282 | Zig:21   | Noticed an ancient lich
226282 | Zig:21   | Killed an ancient lich
226282 | Zig:21   | Killed an ancient lich
226283 | Zig:21   | Noticed an ancient lich
226283 | Zig:21   | Noticed an ancient lich
226283 | Zig:21   | Noticed an ancient lich
226283 | Zig:21   | Noticed an ancient lich
226283 | Zig:21   | Noticed an ancient lich
226283 | Zig:21   | Noticed an ancient lich
226283 | Zig:21   | Noticed an ancient lich
226283 | Zig:21   | Noticed an ancient lich
226283 | Zig:21   | Noticed an ancient lich
226283 | Zig:21   | Killed an ancient lich
226283 | Zig:21   | Killed an ancient lich
226283 | Zig:21   | Killed an ancient lich
226283 | Zig:21   | Killed an ancient lich
226283 | Zig:21   | Killed an ancient lich
226284 | Zig:21   | Noticed an ancient lich
226284 | Zig:21   | Noticed an ancient lich
226284 | Zig:21   | Noticed an ancient lich
226284 | Zig:21   | Killed an ancient lich
226284 | Zig:21   | Killed an ancient lich
226284 | Zig:21   | Killed an ancient lich
226285 | Zig:21   | Noticed an ancient lich
226285 | Zig:21   | Noticed an ancient lich
226285 | Zig:21   | Noticed an ancient lich
226285 | Zig:21   | Noticed an ancient lich
226285 | Zig:21   | Noticed an ancient lich
226285 | Zig:21   | Noticed an ancient lich
226286 | Zig:21   | Noticed an ancient lich
226286 | Zig:21   | Noticed an ancient lich
226287 | Zig:21   | Noticed an ancient lich
226288 | Zig:21   | Noticed an ancient lich
226288 | Zig:21   | Noticed an ancient lich
226289 | Zig:21   | Noticed an ancient lich
226290 | Zig:21   | Killed an ancient lich
226290 | Zig:21   | Killed an ancient lich
226291 | Zig:21   | Noticed an ancient lich
226291 | Zig:21   | Killed an ancient lich
226291 | Zig:21   | Killed an ancient lich
226291 | Zig:21   | Killed an ancient lich
226292 | Zig:21   | Killed an ancient lich
226292 | Zig:21   | Killed an ancient lich
226292 | Zig:21   | Killed an ancient lich
226292 | Zig:21   | Killed an ancient lich
226292 | Zig:21   | Killed an ancient lich
226293 | Zig:21   | Noticed an ancient lich
226293 | Zig:21   | Noticed an ancient lich
226293 | Zig:21   | Killed an ancient lich
226293 | Zig:21   | Killed an ancient lich
226293 | Zig:21   | Killed an ancient lich
226293 | Zig:21   | Killed an ancient lich
226294 | Zig:21   | Killed an ancient lich
226294 | Zig:21   | Killed an ancient lich
226295 | Zig:21   | Noticed an ancient lich
226295 | Zig:21   | Killed an ancient lich
226295 | Zig:21   | Killed an ancient lich
226295 | Zig:21   | Killed an ancient lich
226295 | Zig:21   | Killed an ancient lich
226295 | Zig:21   | Killed an ancient lich
226295 | Zig:21   | Killed an ancient lich
226295 | Zig:21   | Killed an ancient lich
226295 | Zig:21   | Killed an ancient lich
226296 | Zig:21   | Noticed an ancient lich
226296 | Zig:21   | Noticed an ancient lich
226296 | Zig:21   | Killed an ancient lich
226296 | Zig:21   | Killed an ancient lich
226296 | Zig:21   | Killed an ancient lich
226296 | Zig:21   | Killed an ancient lich
226296 | Zig:21   | Killed an ancient lich
226296 | Zig:21   | Killed an ancient lich
226296 | Zig:21   | Killed an ancient lich
226297 | Zig:21   | Noticed an ancient lich
226297 | Zig:21   | Noticed an ancient lich
226297 | Zig:21   | Noticed an ancient lich
226297 | Zig:21   | Noticed an ancient lich
226297 | Zig:21   | Noticed an ancient lich
226297 | Zig:21   | Killed an ancient lich
226298 | Zig:21   | Noticed an ancient lich
226298 | Zig:21   | Noticed an ancient lich
226298 | Zig:21   | Noticed an ancient lich
226298 | Zig:21   | Noticed an ancient lich
226299 | Zig:21   | Noticed an ancient lich
226301 | Zig:21   | Noticed an ancient lich
226301 | Zig:21   | Noticed an ancient lich
226303 | Zig:21   | Killed an ancient lich
226304 | Zig:21   | Killed an ancient lich
226304 | Zig:21   | Killed an ancient lich
226305 | Zig:21   | Noticed an ancient lich
226305 | Zig:21   | Noticed an ancient lich
226305 | Zig:21   | Noticed an ancient lich
226305 | Zig:21   | Killed an ancient lich
226305 | Zig:21   | Killed an ancient lich
226305 | Zig:21   | Killed an ancient lich
226305 | Zig:21   | Killed an ancient lich
226305 | Zig:21   | Killed an ancient lich
226305 | Zig:21   | Killed an ancient lich
226305 | Zig:21   | Killed an ancient lich
226305 | Zig:21   | Killed an ancient lich
226306 | Zig:21   | Killed an ancient lich
226306 | Zig:21   | Killed an ancient lich
226306 | Zig:21   | Killed an ancient lich
226306 | Zig:21   | Killed an ancient lich
226306 | Zig:21   | Killed an ancient lich
226306 | Zig:21   | Killed an ancient lich
226306 | Zig:21   | Killed an ancient lich
226306 | Zig:21   | Killed an ancient lich
226306 | Zig:21   | Killed an ancient lich
226307 | Zig:21   | Noticed an ancient lich
226307 | Zig:21   | Noticed an ancient lich
226307 | Zig:21   | Killed an ancient lich
226307 | Zig:21   | Killed an ancient lich
226307 | Zig:21   | Killed an ancient lich
226308 | Zig:21   | Killed an ancient lich
226308 | Zig:21   | Killed an ancient lich
226308 | Zig:21   | Killed an ancient lich
226313 | Zig:21   | Paralysed by a floating eye for 3 turns
226318 | Zig:21   | Noticed an ancient lich
226318 | Zig:21   | Killed an ancient lich
226319 | Zig:21   | Killed an ancient lich
226321 | Zig:21   | Killed an ancient lich
226321 | Zig:21   | Killed an ancient lich
226321 | Zig:21   | Killed an ancient lich
226333 | Zig:21   | Killed an ancient lich
226350 | Zig:21   | Identified Sif Muna's Reference Book on Feathers and the Compass
226357 | Zig:21   | Got an ancient ivory ring
226358 | Zig:21   | Identified the ring "Lelodathrask" {Ice Str+4 Dex+2} (You found it on level 21 of a ziggurat)
226368 | Zig:21   | Got a shimmering steel ring
226371 | Zig:21   | Got a crude amber ring
226373 | Zig:21   | Identified the ring of the Butterfly {*Tele *Slow rPois Str+6 Slay+4} (You found it on level 21 of a ziggurat)
226376 | Zig:21   | Identified the ring of Nobility {Fire rPois} (You found it on level 21 of a ziggurat)
226406 | Zig:21   | Got a sparkling copper ring
226407 | Zig:21   | Identified the ring "Zolox" {rElec rPois rC++} (You found it on level 21 of a ziggurat)
226412 | Zig:21   | Got a coiled lead ring
226414 | Zig:21   | Identified the ring "Hajoatil" {Fire Str+3} (You found it on level 21 of a ziggurat)
226596 | Zig:22   | Entered Level 22 of a ziggurat
226797 | Zig:22   | Got a scorched ivory ring
226798 | Zig:22   | Identified the ring "Hunkygeo" {Str+2 Int+3 Dex+2} (You found it on level 22 of a ziggurat)
226814 | Zig:22   | Got a scorched jade ring
226815 | Zig:22   | Identified the ring of Viceewn {rElec rPois rF+ rN+ SInv} (You found it on level 22 of a ziggurat)
226816 | Zig:22   | Identified the Catalogue of the Tomato
226831 | Zig:22   | Got a slimy granite ring
226833 | Zig:22   | Identified the ring "Ferchyng" {*Tele rPois Dex+2} (You found it on level 22 of a ziggurat)
226896 | Zig:23   | Entered Level 23 of a ziggurat
227126 | Zig:23   | Got a scorched platinum ring
227128 | Zig:23   | Identified the ring of the Stag {EV+3 Str+4} (You found it on level 23 of a ziggurat)
227136 | Zig:23   | Got a translucent iron ring
227137 | Zig:23   | Identified the ring of Yhoxtire {MP+9 Str+4} (You found it on level 23 of a ziggurat)
227159 | Zig:23   | Got an ancient ivory ring
227160 | Zig:23   | Identified the ring of Jouzop Nigo {rC+ AC+1} (You found it on level 23 of a ziggurat)
227218 | Zig:24   | Entered Level 24 of a ziggurat
227363 | Zig:24   | Got a smoking brass amulet
227364 | Zig:24   | Identified the amulet "Inothray" {Harm *Drain rN+} (You found it on level 24 of a ziggurat)
227382 | Zig:24   | Identified the cursed +0 pair of boots of Togyicapn {rN+ Dex+4} (You found it on level 24 of a ziggurat)
227388 | Zig:24   | Identified the cursed +0 pair of boots of the Land of Plenty {rPois} (You found it on level 24 of a ziggurat)
227597 | Zig:25   | Entered Level 25 of a ziggurat
227731 | Zig:25   | Got a fine tin ring
227733 | Zig:25   | Identified the ring "Vuliad" {rElec SInv Stlth+} (You found it on level 25 of a ziggurat)
227753 | Zig:25   | Got a translucent platinum amulet
227754 | Zig:25   | Identified the amulet "Emoudd" {Reflect SH+5 SInv} (You found it on level 25 of a ziggurat)
227773 | Zig:25   | Got a scorched ruby amulet
227774 | Zig:25   | Identified the amulet "Alaasuza" {RegenMP rElec rPois rC+ Dex-4 Stlth+} (You found it on level 25 of a ziggurat)
227948 | Zig:25   | Identified Sif Muna's Papyrus of Burning Protection
227952 | Zig:26   | Entered Level 26 of a ziggurat
227960 | Zig:26   | Noticed an ancient lich
227962 | Zig:26   | Noticed an ancient lich
227963 | Zig:26   | Noticed an ancient lich
227964 | Zig:26   | Noticed an ancient lich
227964 | Zig:26   | Noticed an ancient lich
227964 | Zig:26   | Noticed an ancient lich
227964 | Zig:26   | Noticed an ancient lich
227967 | Zig:26   | Noticed an ancient lich
227967 | Zig:26   | Killed an ancient lich
227968 | Zig:26   | Noticed an ancient lich
227970 | Zig:26   | Noticed an ancient lich
227971 | Zig:26   | Noticed an ancient lich
227971 | Zig:26   | Noticed an ancient lich
227971 | Zig:26   | Noticed an ancient lich
227971 | Zig:26   | Killed an ancient lich
227973 | Zig:26   | Noticed an ancient lich
227973 | Zig:26   | Noticed an ancient lich
227973 | Zig:26   | Noticed an ancient lich
227973 | Zig:26   | Noticed an ancient lich
227973 | Zig:26   | Killed an ancient lich
227974 | Zig:26   | Noticed an ancient lich
227974 | Zig:26   | Noticed an ancient lich
227974 | Zig:26   | Noticed an ancient lich
227974 | Zig:26   | Noticed an ancient lich
227974 | Zig:26   | Noticed an ancient lich
227974 | Zig:26   | Killed an ancient lich
227974 | Zig:26   | Killed an ancient lich
227975 | Zig:26   | Killed an ancient lich
227975 | Zig:26   | Killed an ancient lich
227976 | Zig:26   | Noticed an ancient lich
227976 | Zig:26   | Noticed an ancient lich
227976 | Zig:26   | Noticed an ancient lich
227976 | Zig:26   | Noticed an ancient lich
227976 | Zig:26   | Killed an ancient lich
227976 | Zig:26   | Killed an ancient lich
227976 | Zig:26   | Killed an ancient lich
227977 | Zig:26   | Noticed an ancient lich
227977 | Zig:26   | Noticed an ancient lich
227977 | Zig:26   | Noticed an ancient lich
227977 | Zig:26   | Noticed an ancient lich
227977 | Zig:26   | Noticed an ancient lich
227977 | Zig:26   | Noticed an ancient lich
227977 | Zig:26   | Noticed an ancient lich
227977 | Zig:26   | Noticed an ancient lich
227977 | Zig:26   | Noticed an ancient lich
227977 | Zig:26   | Noticed an ancient lich
227978 | Zig:26   | Noticed an ancient lich
227978 | Zig:26   | Noticed an ancient lich
227978 | Zig:26   | Noticed an ancient lich
227978 | Zig:26   | Noticed an ancient lich
227978 | Zig:26   | Noticed an ancient lich
227978 | Zig:26   | Noticed an ancient lich
227978 | Zig:26   | Noticed an ancient lich
227979 | Zig:26   | Noticed an ancient lich
227979 | Zig:26   | Noticed an ancient lich
227979 | Zig:26   | Noticed an ancient lich
227979 | Zig:26   | Noticed an ancient lich
227980 | Zig:26   | Noticed an ancient lich
227980 | Zig:26   | Noticed an ancient lich
227980 | Zig:26   | Noticed an ancient lich
227981 | Zig:26   | Noticed an ancient lich
227981 | Zig:26   | Noticed an ancient lich
227982 | Zig:26   | Noticed an ancient lich
227983 | Zig:26   | Killed an ancient lich
227983 | Zig:26   | Killed an ancient lich
227983 | Zig:26   | Killed an ancient lich
227984 | Zig:26   | Noticed an ancient lich
227984 | Zig:26   | Killed an ancient lich
227985 | Zig:26   | Noticed an ancient lich
227985 | Zig:26   | Noticed an ancient lich
227985 | Zig:26   | Killed an ancient lich
227985 | Zig:26   | Killed an ancient lich
227986 | Zig:26   | Killed an ancient lich
227986 | Zig:26   | Killed an ancient lich
227986 | Zig:26   | Killed an ancient lich
227987 | Zig:26   | Killed an ancient lich
227988 | Zig:26   | Noticed an ancient lich
227988 | Zig:26   | Noticed an ancient lich
227988 | Zig:26   | Noticed an ancient lich
227988 | Zig:26   | Killed an ancient lich
227988 | Zig:26   | Killed an ancient lich
227988 | Zig:26   | Killed an ancient lich
227988 | Zig:26   | Killed an ancient lich
227988 | Zig:26   | Killed an ancient lich
227988 | Zig:26   | Killed an ancient lich
227988 | Zig:26   | Killed an ancient lich
227989 | Zig:26   | Noticed an ancient lich
227989 | Zig:26   | Killed an ancient lich
227989 | Zig:26   | Killed an ancient lich
227989 | Zig:26   | Killed an ancient lich
227989 | Zig:26   | Killed an ancient lich
227989 | Zig:26   | Killed an ancient lich
227989 | Zig:26   | Killed an ancient lich
227990 | Zig:26   | Noticed an ancient lich
227990 | Zig:26   | Noticed an ancient lich
227990 | Zig:26   | Noticed an ancient lich
227990 | Zig:26   | Noticed an ancient lich
227990 | Zig:26   | Killed an ancient lich
227990 | Zig:26   | Killed an ancient lich
227990 | Zig:26   | Killed an ancient lich
227990 | Zig:26   | Killed an ancient lich
227990 | Zig:26   | Killed an ancient lich
227990 | Zig:26   | Killed an ancient lich
227990 | Zig:26   | Killed an ancient lich
227990 | Zig:26   | Killed an ancient lich
227990 | Zig:26   | Killed an ancient lich
227990 | Zig:26   | Killed an ancient lich
227990 | Zig:26   | Killed an ancient lich
227990 | Zig:26   | Killed an ancient lich
227991 | Zig:26   | Noticed an ancient lich
227991 | Zig:26   | Noticed an ancient lich
227991 | Zig:26   | Noticed an ancient lich
227991 | Zig:26   | Noticed an ancient lich
227991 | Zig:26   | Noticed an ancient lich
227991 | Zig:26   | Noticed an ancient lich
227991 | Zig:26   | Noticed an ancient lich
227991 | Zig:26   | Noticed an ancient lich
227992 | Zig:26   | Noticed an ancient lich
227992 | Zig:26   | Noticed an ancient lich
227992 | Zig:26   | Noticed an ancient lich
227992 | Zig:26   | Noticed an ancient lich
227992 | Zig:26   | Noticed an ancient lich
227992 | Zig:26   | Noticed an ancient lich
227993 | Zig:26   | Noticed an ancient lich
227994 | Zig:26   | Noticed an ancient lich
227995 | Zig:26   | Noticed an ancient lich
227995 | Zig:26   | Noticed an ancient lich
227996 | Zig:26   | Noticed an ancient lich
227996 | Zig:26   | Noticed an ancient lich
227996 | Zig:26   | Noticed an ancient lich
227996 | Zig:26   | Killed an ancient lich
227996 | Zig:26   | Killed an ancient lich
227997 | Zig:26   | Noticed an ancient lich
227997 | Zig:26   | Killed an ancient lich
227997 | Zig:26   | Killed an ancient lich
227997 | Zig:26   | Killed an ancient lich
227998 | Zig:26   | Noticed an ancient lich
227998 | Zig:26   | Killed an ancient lich
227998 | Zig:26   | Killed an ancient lich
227998 | Zig:26   | Killed an ancient lich
227998 | Zig:26   | Killed an ancient lich
227999 | Zig:26   | Killed an ancient lich
227999 | Zig:26   | Killed an ancient lich
227999 | Zig:26   | Killed an ancient lich
227999 | Zig:26   | Killed an ancient lich
227999 | Zig:26   | Killed an ancient lich
227999 | Zig:26   | Killed an ancient lich
227999 | Zig:26   | Killed an ancient lich
227999 | Zig:26   | Killed an ancient lich
227999 | Zig:26   | Killed an ancient lich
227999 | Zig:26   | Killed an ancient lich
227999 | Zig:26   | Killed an ancient lich
228000 | Zig:26   | Noticed an ancient lich
228000 | Zig:26   | Noticed an ancient lich
228000 | Zig:26   | Noticed an ancient lich
228000 | Zig:26   | Noticed an ancient lich
228000 | Zig:26   | Noticed an ancient lich
228000 | Zig:26   | Killed an ancient lich
228000 | Zig:26   | Killed an ancient lich
228000 | Zig:26   | Killed an ancient lich
228000 | Zig:26   | Killed an ancient lich
228000 | Zig:26   | Killed an ancient lich
228000 | Zig:26   | Killed an ancient lich
228000 | Zig:26   | Killed an ancient lich
228000 | Zig:26   | Killed an ancient lich
228000 | Zig:26   | Killed an ancient lich
228001 | Zig:26   | Noticed an ancient lich
228001 | Zig:26   | Noticed an ancient lich
228001 | Zig:26   | Noticed an ancient lich
228001 | Zig:26   | Killed an ancient lich
228001 | Zig:26   | Killed an ancient lich
228001 | Zig:26   | Killed an ancient lich
228001 | Zig:26   | Killed an ancient lich
228001 | Zig:26   | Killed an ancient lich
228002 | Zig:26   | Noticed an ancient lich
228002 | Zig:26   | Noticed an ancient lich
228003 | Zig:26   | Noticed an ancient lich
228006 | Zig:26   | Killed an ancient lich
228007 | Zig:26   | Killed an ancient lich
228008 | Zig:26   | Killed an ancient lich
228008 | Zig:26   | Killed an ancient lich
228008 | Zig:26   | Killed an ancient lich
228008 | Zig:26   | Killed an ancient lich
228008 | Zig:26   | Killed an ancient lich
228008 | Zig:26   | Killed an ancient lich
228009 | Zig:26   | Killed an ancient lich
228009 | Zig:26   | Killed an ancient lich
228010 | Zig:26   | Killed an ancient lich
228010 | Zig:26   | Killed an ancient lich
228010 | Zig:26   | Killed an ancient lich
228011 | Zig:26   | Killed an ancient lich
228011 | Zig:26   | Killed an ancient lich
228012 | Zig:26   | Killed an ancient lich
228012 | Zig:26   | Killed an ancient lich
228012 | Zig:26   | Killed an ancient lich
228012 | Zig:26   | Killed an ancient lich
228055 | Zig:26   | Got a twitching brass amulet
228056 | Zig:26   | Identified the amulet of the Country {Inacc rElec MP+9 Dex+4} (You found it on level 26 of a ziggurat)
228069 | Zig:26   | Got a scorched silver ring
228070 | Zig:26   | Identified the ring "Saetimoa" {Wiz rC+} (You found it on level 26 of a ziggurat)
228083 | Zig:26   | Got a translucent iron ring
228084 | Zig:26   | Identified the ring "Rayfrema" {rF+ Int+5} (You found it on level 26 of a ziggurat)
228096 | Zig:26   | Identified the cursed +0 ice dragon scales of Riufruoc {rElec rF- rC++ Regen+ Str-4 SInv} (You found it on level 26 of a ziggurat)
228099 | Zig:26   | Identified the +2 helmet of Ybloaxul {Str+2 Dex+4} (You found it on level 26 of a ziggurat)
228313 | Zig:26   | Identified Sif Muna's Guide on Earth and Companions
228322 | Zig:27   | Entered Level 27 of a ziggurat
228807 | Zig:27   | Identified the Tome of Creative Talismans
228897 | Zig:1    | Entered Level 1 of a ziggurat
228934 | Zig:2    | Entered Level 2 of a ziggurat
228966 | Zig:3    | Entered Level 3 of a ziggurat
228966 | Zig:3    | Noticed a greater mummy
228966 | Zig:3    | Noticed a greater mummy
228966 | Zig:3    | Noticed a greater mummy
228972 | Zig:3    | Noticed a greater mummy
228972 | Zig:3    | Killed a greater mummy
228973 | Zig:3    | Killed a greater mummy
228974 | Zig:3    | Noticed a greater mummy
228978 | Zig:3    | Killed a greater mummy
228985 | Zig:3    | Killed a greater mummy
228987 | Zig:3    | Killed a greater mummy
229023 | Zig:4    | Entered Level 4 of a ziggurat
229071 | Zig:4    | Got a heavily runed wooden ring
229073 | Zig:4    | Identified the ring "Paxiexoi" {rPois rC- Int+2 SInv} (You found it on level 4 of a ziggurat)
229091 | Zig:5    | Entered Level 5 of a ziggurat
229141 | Zig:5    | Got a steaming lead ring
229143 | Zig:5    | Identified the ring of Patience {Fire +Fly MR+ Str+5} (You found it on level 5 of a ziggurat)
229165 | Zig:5    | Got a scintillating amber ring
229167 | Zig:5    | Identified the ring of the Shining Light {MR+ Dex+4} (You found it on level 5 of a ziggurat)
229208 | Zig:6    | Entered Level 6 of a ziggurat
229208 | Zig:6    | Noticed an ancient lich
229208 | Zig:6    | Noticed an ancient lich
229208 | Zig:6    | Noticed an ancient lich
229208 | Zig:6    | Noticed an ancient lich
229210 | Zig:6    | Noticed an ancient lich
229212 | Zig:6    | Noticed an ancient lich
229215 | Zig:6    | Killed an ancient lich
229217 | Zig:6    | Noticed an ancient lich
229218 | Zig:6    | Noticed an ancient lich
229218 | Zig:6    | Noticed an ancient lich
229219 | Zig:6    | Noticed an ancient lich
229223 | Zig:6    | Noticed an ancient lich
229226 | Zig:6    | Killed an ancient lich
229227 | Zig:6    | Noticed an ancient lich
229228 | Zig:6    | Noticed an ancient lich
229228 | Zig:6    | Killed an ancient lich
229229 | Zig:6    | Killed an ancient lich
229229 | Zig:6    | Killed an ancient lich
229229 | Zig:6    | Killed an ancient lich
229230 | Zig:6    | Noticed an ancient lich
229235 | Zig:6    | Killed an ancient lich
229235 | Zig:6    | Killed an ancient lich
229235 | Zig:6    | Killed an ancient lich
229241 | Zig:6    | Killed an ancient lich
229241 | Zig:6    | Killed an ancient lich
229241 | Zig:6    | Killed an ancient lich
229242 | Zig:6    | Killed an ancient lich
229243 | Zig:6    | Killed an ancient lich
229304 | Zig:7    | Entered Level 7 of a ziggurat
229304 | Zig:7    | Noticed an ancient lich
229304 | Zig:7    | Noticed an ancient lich
229304 | Zig:7    | Noticed an ancient lich
229313 | Zig:7    | Noticed an ancient lich
229313 | Zig:7    | Killed an ancient lich
229314 | Zig:7    | Noticed an ancient lich
229314 | Zig:7    | Noticed an ancient lich
229314 | Zig:7    | Noticed an ancient lich
229315 | Zig:7    | Noticed an ancient lich
229315 | Zig:7    | Killed an ancient lich
229316 | Zig:7    | Noticed an ancient lich
229320 | Zig:7    | Noticed an ancient lich
229324 | Zig:7    | Killed an ancient lich
229324 | Zig:7    | Killed an ancient lich
229325 | Zig:7    | Killed an ancient lich
229325 | Zig:7    | Killed an ancient lich
229325 | Zig:7    | Killed an ancient lich
229325 | Zig:7    | Killed an ancient lich
229326 | Zig:7    | Killed an ancient lich
229327 | Zig:7    | Killed an ancient lich
229435 | Zig:8    | Entered Level 8 of a ziggurat
229435 | Zig:8    | Noticed an ancient lich
229435 | Zig:8    | Noticed an ancient lich
229435 | Zig:8    | Noticed an ancient lich
229435 | Zig:8    | Noticed an ancient lich
229435 | Zig:8    | Noticed an ancient lich
229435 | Zig:8    | Noticed an ancient lich
229435 | Zig:8    | Noticed an ancient lich
229437 | Zig:8    | Noticed an ancient lich
229441 | Zig:8    | Killed an ancient lich
229443 | Zig:8    | Killed an ancient lich
229443 | Zig:8    | Killed an ancient lich
229446 | Zig:8    | Killed an ancient lich
229446 | Zig:8    | Killed an ancient lich
229447 | Zig:8    | Noticed an ancient lich
229448 | Zig:8    | Noticed an ancient lich
229449 | Zig:8    | Noticed an ancient lich
229455 | Zig:8    | Killed an ancient lich
229460 | Zig:8    | Killed an ancient lich
229460 | Zig:8    | Killed an ancient lich
229460 | Zig:8    | Killed an ancient lich
229461 | Zig:8    | Noticed an ancient lich
229461 | Zig:8    | Killed an ancient lich
229461 | Zig:8    | Killed an ancient lich
229472 | Zig:8    | Killed an ancient lich
229565 | Zig:8    | Identified Fidih's Reference Book on Moulding and Curses
229573 | Zig:9    | Entered Level 9 of a ziggurat
229673 | Zig:10   | Entered Level 10 of a ziggurat
229750 | Zig:10   | Got a fine ivory ring
229752 | Zig:10   | Identified the ring of Zapsemuc {MP+9 SInv} (You found it on level 10 of a ziggurat)
229793 | Zig:11   | Entered Level 11 of a ziggurat
229905 | Zig:11   | Identified the +1 cloak of Dice, Bag, and Bottle {-Tele rElec rC+++ Stlth-} (You found it on level 11 of a ziggurat)
229948 | Zig:12   | Entered Level 12 of a ziggurat
229983 | Zig:12   | Noticed Geas the pandemonium lord
229983 | Zig:12   | Killed Geas the pandemonium lord
230068 | Zig:12   | Got a faintly glowing glass ring
230069 | Zig:12   | Identified the ring of Ashenzari's Generosity {*Tele rF- rC+ Str+2 Slay+3} (You found it on level 12 of a ziggurat)
230073 | Zig:12   | Got a pitted bronze ring
230074 | Zig:12   | Identified the ring "Diorusej" {rN++ Str-2 Stlth-} (You found it on level 12 of a ziggurat)
230109 | Zig:12   | Identified Sif Muna's Volume of the Glacial Escort
230114 | Zig:13   | Entered Level 13 of a ziggurat
230114 | Zig:13   | Noticed an ancient lich
230114 | Zig:13   | Noticed an ancient lich
230114 | Zig:13   | Noticed an ancient lich
230114 | Zig:13   | Noticed an ancient lich
230114 | Zig:13   | Noticed an ancient lich
230114 | Zig:13   | Noticed an ancient lich
230114 | Zig:13   | Noticed an ancient lich
230114 | Zig:13   | Noticed an ancient lich
230114 | Zig:13   | Noticed an ancient lich
230117 | Zig:13   | Noticed an ancient lich
230121 | Zig:13   | Noticed an ancient lich
230122 | Zig:13   | Noticed an ancient lich
230122 | Zig:13   | Noticed an ancient lich
230122 | Zig:13   | Noticed an ancient lich
230122 | Zig:13   | Noticed an ancient lich
230122 | Zig:13   | Noticed an ancient lich
230122 | Zig:13   | Noticed an ancient lich
230122 | Zig:13   | Noticed an ancient lich
230122 | Zig:13   | Noticed an ancient lich
230122 | Zig:13   | Killed an ancient lich
230122 | Zig:13   | Killed an ancient lich
230123 | Zig:13   | Noticed an ancient lich
230123 | Zig:13   | Noticed an ancient lich
230123 | Zig:13   | Noticed an ancient lich
230123 | Zig:13   | Noticed an ancient lich
230123 | Zig:13   | Killed an ancient lich
230124 | Zig:13   | Noticed an ancient lich
230124 | Zig:13   | Noticed an ancient lich
230124 | Zig:13   | Noticed an ancient lich
230125 | Zig:13   | Noticed an ancient lich
230125 | Zig:13   | Noticed an ancient lich
230125 | Zig:13   | Noticed an ancient lich
230128 | Zig:13   | Noticed an ancient lich
230128 | Zig:13   | Killed an ancient lich
230129 | Zig:13   | Killed an ancient lich
230129 | Zig:13   | Killed an ancient lich
230130 | Zig:13   | Killed an ancient lich
230130 | Zig:13   | Killed an ancient lich
230131 | Zig:13   | Killed an ancient lich
230131 | Zig:13   | Killed an ancient lich
230131 | Zig:13   | Killed an ancient lich
230132 | Zig:13   | Noticed an ancient lich
230132 | Zig:13   | Killed an ancient lich
230132 | Zig:13   | Killed an ancient lich
230132 | Zig:13   | Killed an ancient lich
230132 | Zig:13   | Killed an ancient lich
230132 | Zig:13   | Killed an ancient lich
230133 | Zig:13   | Killed an ancient lich
230133 | Zig:13   | Killed an ancient lich
230133 | Zig:13   | Killed an ancient lich
230133 | Zig:13   | Killed an ancient lich
230134 | Zig:13   | Killed an ancient lich
230134 | Zig:13   | Killed an ancient lich
230134 | Zig:13   | Killed an ancient lich
230134 | Zig:13   | Killed an ancient lich
230134 | Zig:13   | Killed an ancient lich
230134 | Zig:13   | Killed an ancient lich
230134 | Zig:13   | Killed an ancient lich
230134 | Zig:13   | Killed an ancient lich
230135 | Zig:13   | Noticed an ancient lich
230135 | Zig:13   | Noticed an ancient lich
230135 | Zig:13   | Noticed an ancient lich
230135 | Zig:13   | Killed an ancient lich
230136 | Zig:13   | Noticed an ancient lich
230136 | Zig:13   | Noticed an ancient lich
230137 | Zig:13   | Noticed an ancient lich
230140 | Zig:13   | Killed an ancient lich
230141 | Zig:13   | Killed an ancient lich
230141 | Zig:13   | Killed an ancient lich
230141 | Zig:13   | Killed an ancient lich
230141 | Zig:13   | Killed an ancient lich
230142 | Zig:13   | Killed an ancient lich
230142 | Zig:13   | Killed an ancient lich
230143 | Zig:13   | Killed an ancient lich
230256 | Zig:14   | Entered Level 14 of a ziggurat
230256 | Zig:14   | Noticed Boefat the pandemonium lord
230256 | Zig:14   | Noticed Lirot the pandemonium lord
230256 | Zig:14   | Noticed Agust the pandemonium lord
230256 | Zig:14   | Noticed Wushoyteph the pandemonium lord
230256 | Zig:14   | Noticed Hantaimo the pandemonium lord
230256 | Zig:14   | Noticed Ehinkuih the pandemonium lord
230256 | Zig:14   | Noticed Tyfo the pandemonium lord
230256 | Zig:14   | Noticed Poalupoko the pandemonium lord
230256 | Zig:14   | Noticed Dourrijah the pandemonium lord
230256 | Zig:14   | Noticed Biutedag the pandemonium lord
230256 | Zig:14   | Noticed Hoekeex the pandemonium lord
230256 | Zig:14   | Noticed Alitid the pandemonium lord
230256 | Zig:14   | Noticed Likh the pandemonium lord
230256 | Zig:14   | Noticed Wabralue the pandemonium lord
230256 | Zig:14   | Noticed Optyigh the pandemonium lord
230256 | Zig:14   | Noticed Maicw the pandemonium lord
230256 | Zig:14   | Noticed Eclais the pandemonium lord
230256 | Zig:14   | Noticed Adorax the pandemonium lord
230256 | Zig:14   | Noticed Nuorulac the pandemonium lord
230256 | Zig:14   | Noticed Viare the pandemonium lord
230256 | Zig:14   | Noticed Sisomn the pandemonium lord
230256 | Zig:14   | Noticed Epriutz the pandemonium lord
230256 | Zig:14   | Noticed Oxtaaloe the pandemonium lord
230256 | Zig:14   | Noticed Soraot the pandemonium lord
230256 | Zig:14   | Noticed Uwnaekku the pandemonium lord
230256 | Zig:14   | Noticed Juarcheb the pandemonium lord
230256 | Zig:14   | Noticed Kiluetau the pandemonium lord
230256 | Zig:14   | Noticed Lapog the pandemonium lord
230258 | Zig:14   | Noticed Peisiukh the pandemonium lord
230258 | Zig:14   | Noticed Rykhlatos the pandemonium lord
230261 | Zig:14   | Killed Adorax the pandemonium lord
230261 | Zig:14   | Killed Sisomn the pandemonium lord
230262 | Zig:14   | Killed Uwnaekku the pandemonium lord
230263 | Zig:14   | Killed Soraot the pandemonium lord
230263 | Zig:14   | Killed Ehinkuih the pandemonium lord
230265 | Zig:14   | Noticed Teonk the pandemonium lord
230266 | Zig:14   | Noticed Wopograo the pandemonium lord
230266 | Zig:14   | Noticed Fatregas the pandemonium lord
230267 | Zig:14   | Killed Viare the pandemonium lord
230267 | Zig:14   | Killed Oxtaaloe the pandemonium lord
230267 | Zig:14   | Killed Eclais the pandemonium lord
230267 | Zig:14   | Killed Hoekeex the pandemonium lord
230271 | Zig:14   | Noticed Niwama the pandemonium lord
230272 | Zig:14   | Killed Kiluetau the pandemonium lord
230272 | Zig:14   | Killed Poalupoko the pandemonium lord
230275 | Zig:14   | Killed Epriutz the pandemonium lord
230276 | Zig:14   | Killed Peisiukh the pandemonium lord
230278 | Zig:14   | Killed Tyfo the pandemonium lord
230280 | Zig:14   | Killed Hantaimo the pandemonium lord
230281 | Zig:14   | Killed Optyigh the pandemonium lord
230284 | Zig:14   | Killed Lapog the pandemonium lord
230284 | Zig:14   | Killed Juarcheb the pandemonium lord
230285 | Zig:14   | Killed Maicw the pandemonium lord
230286 | Zig:14   | Noticed Hucein the pandemonium lord
230286 | Zig:14   | Noticed Ostretas the pandemonium lord
230286 | Zig:14   | Killed Lirot the pandemonium lord
230286 | Zig:14   | Killed Biutedag the pandemonium lord
230287 | Zig:14   | Killed Niwama the pandemonium lord
230287 | Zig:14   | Killed Wushoyteph the pandemonium lord
230287 | Zig:14   | Killed Alitid the pandemonium lord
230287 | Zig:14   | Killed Wabralue the pandemonium lord
230287 | Zig:14   | Killed Boefat the pandemonium lord
230288 | Zig:14   | Noticed Taipran the pandemonium lord
230288 | Zig:14   | Noticed Emil the pandemonium lord
230289 | Zig:14   | Noticed Musej the pandemonium lord
230289 | Zig:14   | Noticed Lewuituck the pandemonium lord
230290 | Zig:14   | Killed Ostretas the pandemonium lord
230290 | Zig:14   | Killed Teonk the pandemonium lord
230290 | Zig:14   | Killed Likh the pandemonium lord
230291 | Zig:14   | Noticed Wemagi the pandemonium lord
230292 | Zig:14   | Noticed Notoptu the pandemonium lord
230292 | Zig:14   | Killed Hucein the pandemonium lord
230292 | Zig:14   | Killed Wopograo the pandemonium lord
230292 | Zig:14   | Killed Emil the pandemonium lord
230292 | Zig:14   | Killed Fatregas the pandemonium lord
230292 | Zig:14   | Killed Wemagi the pandemonium lord
230292 | Zig:14   | Killed Nuorulac the pandemonium lord
230292 | Zig:14   | Killed Taipran the pandemonium lord
230295 | Zig:14   | Noticed Ziat the pandemonium lord
230297 | Zig:14   | Killed Agust the pandemonium lord
230298 | Zig:14   | Noticed Xapnul the pandemonium lord
230299 | Zig:14   | Noticed Fiew the pandemonium lord
230301 | Zig:14   | Noticed Zudanwac the pandemonium lord
230301 | Zig:14   | Noticed Yxtuq the pandemonium lord
230301 | Zig:14   | Noticed Ymutiewk the pandemonium lord
230301 | Zig:14   | Noticed Fezua the pandemonium lord
230301 | Zig:14   | Noticed Wawuto the pandemonium lord
230301 | Zig:14   | Noticed Cuotisk the pandemonium lord
230301 | Zig:14   | Noticed Vyefiri the pandemonium lord
230301 | Zig:14   | Noticed Otsotial the pandemonium lord
230301 | Zig:14   | Noticed Qunaafov the pandemonium lord
230301 | Zig:14   | Noticed Akkek the pandemonium lord
230301 | Zig:14   | Noticed Zurheas the pandemonium lord
230301 | Zig:14   | Noticed Neser the pandemonium lord
230301 | Zig:14   | Noticed Zeotuddo the pandemonium lord
230302 | Zig:14   | Noticed Xiodirhoar the pandemonium lord
230302 | Zig:14   | Noticed Toatt the pandemonium lord
230302 | Zig:14   | Noticed Hutetih the pandemonium lord
230305 | Zig:14   | Noticed Deymaf the pandemonium lord
230305 | Zig:14   | Noticed Luskip the pandemonium lord
230305 | Zig:14   | Noticed Veuch the pandemonium lord
230306 | Zig:14   | Killed Zeotuddo the pandemonium lord
230306 | Zig:14   | Killed Wawuto the pandemonium lord
230306 | Zig:14   | Noticed Anoer the pandemonium lord
230307 | Zig:14   | Noticed Duaneuh the pandemonium lord
230307 | Zig:14   | Noticed Weptothigye the pandemonium lord
230307 | Zig:14   | Noticed Yzxefyff the pandemonium lord
230307 | Zig:14   | Noticed Soxtosu the pandemonium lord
230310 | Zig:14   | Noticed Gateit the pandemonium lord
230311 | Zig:14   | Noticed Sediusaj the pandemonium lord
230317 | Zig:14   | Noticed Kuijiofi the pandemonium lord
230317 | Zig:14   | Noticed Wixenifuri the pandemonium lord
230317 | Zig:14   | Noticed Ysmos the pandemonium lord
230318 | Zig:14   | Noticed Coreim the pandemonium lord
230320 | Zig:14   | Noticed Tustrenn the pandemonium lord
230324 | Zig:14   | Killed Anoer the pandemonium lord
230328 | Zig:14   | Killed Ymutiewk the pandemonium lord
230334 | Zig:14   | Killed Zudanwac the pandemonium lord
230334 | Zig:14   | Killed Fezua the pandemonium lord
230336 | Zig:14   | Killed Qunaafov the pandemonium lord
230337 | Zig:14   | Killed Vyefiri the pandemonium lord
230338 | Zig:14   | Killed Cuotisk the pandemonium lord
230338 | Zig:14   | Killed Zurheas the pandemonium lord
230339 | Zig:14   | Killed Gateit the pandemonium lord
230339 | Zig:14   | Killed Otsotial the pandemonium lord
230339 | Zig:14   | Killed Musej the pandemonium lord
230341 | Zig:14   | Killed Xapnul the pandemonium lord
230341 | Zig:14   | Killed Ysmos the pandemonium lord
230341 | Zig:14   | Killed Soxtosu the pandemonium lord
230341 | Zig:14   | Killed Luskip the pandemonium lord
230342 | Zig:14   | Killed Yxtuq the pandemonium lord
230343 | Zig:14   | Killed Duaneuh the pandemonium lord
230346 | Zig:14   | Noticed Soit the pandemonium lord
230353 | Zig:14   | Killed Coreim the pandemonium lord
230353 | Zig:14   | Killed Tustrenn the pandemonium lord
230353 | Zig:14   | Killed Lewuituck the pandemonium lord
230354 | Zig:14   | Killed Wixenifuri the pandemonium lord
230356 | Zig:14   | Killed Rykhlatos the pandemonium lord
230357 | Zig:14   | Killed Fiew the pandemonium lord
230357 | Zig:14   | Killed Xiodirhoar the pandemonium lord
230359 | Zig:14   | Killed Deymaf the pandemonium lord
230359 | Zig:14   | Killed Toatt the pandemonium lord
230360 | Zig:14   | Killed Weptothigye the pandemonium lord
230360 | Zig:14   | Killed Soit the pandemonium lord
230363 | Zig:14   | Noticed Zuesamno the pandemonium lord
230364 | Zig:14   | Killed Akkek the pandemonium lord
230364 | Zig:14   | Killed Sediusaj the pandemonium lord
230365 | Zig:14   | Killed Kuijiofi the pandemonium lord
230365 | Zig:14   | Killed Zuesamno the pandemonium lord
230365 | Zig:14   | Killed Nodu the pandemonium lord
230368 | Zig:14   | Noticed Atweq the pandemonium lord
230369 | Zig:14   | Killed Hutetih the pandemonium lord
230369 | Zig:14   | Killed Yzxefyff the pandemonium lord
230382 | Zig:14   | Killed Notoptu the pandemonium lord
230383 | Zig:14   | Killed Ziat the pandemonium lord
230383 | Zig:14   | Killed Dourrijah the pandemonium lord
230389 | Zig:14   | Killed Neser the pandemonium lord
230390 | Zig:14   | Killed Veuch the pandemonium lord
230395 | Zig:14   | Killed Atweq the pandemonium lord
230603 | Zig:15   | Entered Level 15 of a ziggurat
230642 | Zig:15   | Killed a starcursed mass
230789 | Zig:16   | Entered Level 16 of a ziggurat
230885 | Zig:16   | Identified the Tome of Burning Displacement
230954 | Zig:17   | Entered Level 17 of a ziggurat
230954 | Zig:17   | Noticed Fote the pandemonium lord
230954 | Zig:17   | Noticed Mezystia the pandemonium lord
230954 | Zig:17   | Noticed Patwaso the pandemonium lord
230954 | Zig:17   | Noticed Henorai the pandemonium lord
230954 | Zig:17   | Noticed Zusox the pandemonium lord
230954 | Zig:17   | Noticed Korav the pandemonium lord
230954 | Zig:17   | Noticed Faiwoo the pandemonium lord
230954 | Zig:17   | Noticed Wusopy the pandemonium lord
230954 | Zig:17   | Noticed Houfivox the pandemonium lord
230954 | Zig:17   | Noticed Ceetis the pandemonium lord
230954 | Zig:17   | Noticed Mutud the pandemonium lord
230954 | Zig:17   | Noticed Tanec the pandemonium lord
230954 | Zig:17   | Noticed Wiwkiq the pandemonium lord
230954 | Zig:17   | Noticed Jixuk the pandemonium lord
230954 | Zig:17   | Noticed Cueki the pandemonium lord
230954 | Zig:17   | Noticed Rulix the pandemonium lord
230954 | Zig:17   | Noticed Teih the pandemonium lord
230954 | Zig:17   | Noticed Ilygewn Ohiz the pandemonium lord
230954 | Zig:17   | Noticed Appoemm the pandemonium lord
230954 | Zig:17   | Noticed Gukove the pandemonium lord
230954 | Zig:17   | Noticed Gaach the pandemonium lord
230954 | Zig:17   | Noticed Zemikiot the pandemonium lord
230954 | Zig:17   | Noticed Geuvar the pandemonium lord
230954 | Zig:17   | Noticed Oczel the pandemonium lord
230954 | Zig:17   | Noticed Cuf Its the pandemonium lord
230954 | Zig:17   | Noticed Obrikud the pandemonium lord
230954 | Zig:17   | Noticed Juonun the pandemonium lord
230954 | Zig:17   | Noticed Suorinattu the pandemonium lord
230954 | Zig:17   | Noticed Akhotaum the pandemonium lord
230954 | Zig:17   | Noticed Ymeuz the pandemonium lord
230954 | Zig:17   | Noticed Jiufeul the pandemonium lord
230954 | Zig:17   | Noticed Omaedy the pandemonium lord
230958 | Zig:17   | Killed Henorai the pandemonium lord
230958 | Zig:17   | Killed Jiufeul the pandemonium lord
230958 | Zig:17   | Killed Gaach the pandemonium lord
230958 | Zig:17   | Killed Wusopy the pandemonium lord
230960 | Zig:17   | Killed Akhotaum the pandemonium lord
230960 | Zig:17   | Killed Oczel the pandemonium lord
230961 | Zig:17   | Killed Obrikud the pandemonium lord
230961 | Zig:17   | Killed Ilygewn Ohiz the pandemonium lord
230962 | Zig:17   | Noticed Jotetaom the pandemonium lord
230964 | Zig:17   | Noticed Ochamiunomp the pandemonium lord
230964 | Zig:17   | Noticed Lahideb the pandemonium lord
230964 | Zig:17   | Killed Teih the pandemonium lord
230965 | Zig:17   | Noticed Quular the pandemonium lord
230965 | Zig:17   | Noticed Xuenu the pandemonium lord
230967 | Zig:17   | Noticed Ulanlaz the pandemonium lord
230967 | Zig:17   | Noticed Xestracho the pandemonium lord
230967 | Zig:17   | Noticed Qiarghit the pandemonium lord
230967 | Zig:17   | Noticed Ysoc the pandemonium lord
230967 | Zig:17   | Noticed Acuux the pandemonium lord
230968 | Zig:17   | Killed Korav the pandemonium lord
230968 | Zig:17   | Killed Omaedy the pandemonium lord
230969 | Zig:17   | Noticed Opunont the pandemonium lord
230969 | Zig:17   | Killed Zemikiot the pandemonium lord
230969 | Zig:17   | Killed Xuenu the pandemonium lord
230969 | Zig:17   | Killed Faiwoo the pandemonium lord
230969 | Zig:17   | Killed Jixuk the pandemonium lord
230969 | Zig:17   | Killed Wiwkiq the pandemonium lord
230969 | Zig:17   | Killed Suorinattu the pandemonium lord
230969 | Zig:17   | Killed Patwaso the pandemonium lord
230969 | Zig:17   | Killed Zusox the pandemonium lord
230969 | Zig:17   | Killed Juonun the pandemonium lord
230969 | Zig:17   | Killed Ymeuz the pandemonium lord
230970 | Zig:17   | Noticed Mali the pandemonium lord
230971 | Zig:17   | Killed Houfivox the pandemonium lord
230971 | Zig:17   | Killed Cueki the pandemonium lord
230971 | Zig:17   | Killed Jotetaom the pandemonium lord
230971 | Zig:17   | Killed Acuux the pandemonium lord
230971 | Zig:17   | Killed Tuymm the pandemonium lord
230972 | Zig:17   | Noticed Onamaun the pandemonium lord
230973 | Zig:17   | Noticed Piqulaut the pandemonium lord
230973 | Zig:17   | Killed Qiarghit the pandemonium lord
230973 | Zig:17   | Killed Geuvar the pandemonium lord
230973 | Zig:17   | Killed Quular the pandemonium lord
230973 | Zig:17   | Killed Gukove the pandemonium lord
230973 | Zig:17   | Killed Ulanlaz the pandemonium lord
230973 | Zig:17   | Killed Onamaun the pandemonium lord
230973 | Zig:17   | Killed Lahideb the pandemonium lord
230975 | Zig:17   | Noticed Udwulew the pandemonium lord
230975 | Zig:17   | Noticed Dorukod the pandemonium lord
230975 | Zig:17   | Killed Mezystia the pandemonium lord
230975 | Zig:17   | Killed Mali the pandemonium lord
230975 | Zig:17   | Noticed Poamu the pandemonium lord
230976 | Zig:17   | Noticed Ginol the pandemonium lord
230976 | Zig:17   | Noticed Liaphese the pandemonium lord
230977 | Zig:17   | Killed Ceetis the pandemonium lord
230977 | Zig:17   | Killed Cuf Its the pandemonium lord
230977 | Zig:17   | Killed Udwiceol the pandemonium lord
230977 | Zig:17   | Killed Fote the pandemonium lord
230978 | Zig:17   | Killed Ochamiunomp the pandemonium lord
230979 | Zig:17   | Killed Rulix the pandemonium lord
230979 | Zig:17   | Killed Ginol the pandemonium lord
230979 | Zig:17   | Killed Dorukod the pandemonium lord
230979 | Zig:17   | Killed Appoemm the pandemonium lord
230979 | Zig:17   | Killed Zioz the pandemonium lord
230980 | Zig:17   | Noticed Pufumoul the pandemonium lord
230980 | Zig:17   | Killed Ysoc the pandemonium lord
230980 | Zig:17   | Killed Xestracho the pandemonium lord
230981 | Zig:17   | Noticed Tuexkuth the pandemonium lord
230981 | Zig:17   | Noticed Peirus the pandemonium lord
230981 | Zig:17   | Noticed Giducea the pandemonium lord
230981 | Zig:17   | Killed Pufumoul the pandemonium lord
230982 | Zig:17   | Noticed Iddaiw the pandemonium lord
230983 | Zig:17   | Noticed Ulotib the pandemonium lord
230983 | Zig:17   | Noticed Fehely the pandemonium lord
230984 | Zig:17   | Noticed Nyfogeimi the pandemonium lord
230985 | Zig:17   | Noticed Guasaa the pandemonium lord
230986 | Zig:17   | Noticed Lesic the pandemonium lord
230986 | Zig:17   | Killed Liaphese the pandemonium lord
230987 | Zig:17   | Noticed Feusux the pandemonium lord
230987 | Zig:17   | Killed Opunont the pandemonium lord
230987 | Zig:17   | Killed Poamu the pandemonium lord
230987 | Zig:17   | Killed Iddaiw the pandemonium lord
230987 | Zig:17   | Killed Ulotib the pandemonium lord
230987 | Zig:17   | Killed Mutud the pandemonium lord
230988 | Zig:17   | Noticed Edeqogu the pandemonium lord
230991 | Zig:17   | Killed Nyfogeimi the pandemonium lord
230991 | Zig:17   | Killed Deceylud the pandemonium lord
230992 | Zig:17   | Killed Piqulaut the pandemonium lord
230992 | Zig:17   | Killed Feusux the pandemonium lord
230992 | Zig:17   | Killed Edeqogu the pandemonium lord
230992 | Zig:17   | Killed Tanec the pandemonium lord
230992 | Zig:17   | Killed Tuexkuth the pandemonium lord
230992 | Zig:17   | Killed Udwulew the pandemonium lord
230992 | Zig:17   | Killed Koerituj the pandemonium lord
230993 | Zig:17   | Killed Lesic the pandemonium lord
230994 | Zig:17   | Noticed Iteivvez the pandemonium lord
230995 | Zig:17   | Noticed Izohuedext the pandemonium lord
230996 | Zig:17   | Noticed Eghuh the pandemonium lord
230996 | Zig:17   | Noticed Raosun the pandemonium lord
230997 | Zig:17   | Noticed Woelas the pandemonium lord
230997 | Zig:17   | Noticed Jousec the pandemonium lord
230997 | Zig:17   | Noticed Yneruf the pandemonium lord
231000 | Zig:17   | Killed Giducea the pandemonium lord
231001 | Zig:17   | Noticed Oriskoll the pandemonium lord
231002 | Zig:17   | Noticed Uteom the pandemonium lord
231003 | Zig:17   | Killed Yneruf the pandemonium lord
231005 | Zig:17   | Killed Izohuedext the pandemonium lord
231005 | Zig:17   | Killed Woelas the pandemonium lord
231006 | Zig:17   | Killed Jousec the pandemonium lord
231006 | Zig:17   | Killed Guasaa the pandemonium lord
231007 | Zig:17   | Killed Fehely the pandemonium lord
231007 | Zig:17   | Killed Eghuh the pandemonium lord
231007 | Zig:17   | Killed Esuqol the pandemonium lord
231007 | Zig:17   | Killed Uteom the pandemonium lord
231008 | Zig:17   | Noticed Asawen the pandemonium lord
231009 | Zig:17   | Noticed Kulad the pandemonium lord
231010 | Zig:17   | Killed Oriskoll the pandemonium lord
231010 | Zig:17   | Killed Peirus the pandemonium lord
231011 | Zig:17   | Noticed Zikikk the pandemonium lord
231013 | Zig:17   | Noticed Tokixtot the pandemonium lord
231014 | Zig:17   | Noticed Ciemorch the pandemonium lord
231014 | Zig:17   | Noticed Wevaen the pandemonium lord
231014 | Zig:17   | Killed Zikikk the pandemonium lord
231014 | Zig:17   | Killed Ciemorch the pandemonium lord
231014 | Zig:17   | Killed Iteivvez the pandemonium lord
231014 | Zig:17   | Killed Raosun the pandemonium lord
231018 | Zig:17   | Noticed Guavvouwi the pandemonium lord
231018 | Zig:17   | Noticed Ykky the pandemonium lord
231018 | Zig:17   | Noticed Lafuap the pandemonium lord
231018 | Zig:17   | Noticed Motuhal the pandemonium lord
231019 | Zig:17   | Noticed Asuz the pandemonium lord
231019 | Zig:17   | Killed Motuhal the pandemonium lord
231020 | Zig:17   | Killed Kulad the pandemonium lord
231020 | Zig:17   | Killed Guavvouwi the pandemonium lord
231020 | Zig:17   | Killed Asawen the pandemonium lord
231022 | Zig:17   | Noticed Deetob the pandemonium lord
231022 | Zig:17   | Noticed Usioqeg the pandemonium lord
231023 | Zig:17   | Noticed Xisami Alet the pandemonium lord
231024 | Zig:17   | Killed Ykky the pandemonium lord
231027 | Zig:17   | Killed Wevaen the pandemonium lord
231029 | Zig:17   | Killed Usioqeg the pandemonium lord
231031 | Zig:17   | Killed Lafuap the pandemonium lord
231033 | Zig:17   | Noticed Zuciwn the pandemonium lord
231033 | Zig:17   | Killed Deetob the pandemonium lord
231033 | Zig:17   | Killed Tokixtot the pandemonium lord
231035 | Zig:17   | Killed Asuz the pandemonium lord
231036 | Zig:17   | Noticed Deti the pandemonium lord
231036 | Zig:17   | Noticed Qaofat the pandemonium lord
231038 | Zig:17   | Noticed Powua the pandemonium lord
231038 | Zig:17   | Noticed Biecup the pandemonium lord
231038 | Zig:17   | Noticed Hotithru the pandemonium lord
231040 | Zig:17   | Noticed Hamyirph the pandemonium lord
231041 | Zig:17   | Noticed Waoc the pandemonium lord
231041 | Zig:17   | Killed Xisami Alet the pandemonium lord
231042 | Zig:17   | Killed Waoc the pandemonium lord
231042 | Zig:17   | Killed Zuciwn the pandemonium lord
231042 | Zig:17   | Killed Biecup the pandemonium lord
231043 | Zig:17   | Killed Powua the pandemonium lord
231043 | Zig:17   | Killed Qaofat the pandemonium lord
231046 | Zig:17   | Killed Hotithru the pandemonium lord
231046 | Zig:17   | Killed Hamyirph the pandemonium lord
231048 | Zig:17   | Noticed Nocynkio the pandemonium lord
231049 | Zig:17   | Noticed Viomaysaguz the pandemonium lord
231049 | Zig:17   | Killed Deti the pandemonium lord
231050 | Zig:17   | Noticed Adoimpuil the pandemonium lord
231050 | Zig:17   | Killed Nocynkio the pandemonium lord
231050 | Zig:17   | Killed Viomaysaguz the pandemonium lord
231052 | Zig:17   | Killed Adoimpuil the pandemonium lord
231052 | Zig:17   | Killed Hunkian the pandemonium lord
231054 | Zig:17   | Noticed Rishrurch the pandemonium lord
231055 | Zig:17   | Noticed Pup Teg the pandemonium lord
231068 | Zig:17   | Killed Pup Teg the pandemonium lord
231072 | Zig:17   | Killed Rishrurch the pandemonium lord
231129 | Zig:17   | Got a coiled platinum ring
231130 | Zig:17   | Identified the ring "Ulerad" {Fire rElec MR++ Str+4 Dex-3} (You found it on level 17 of a ziggurat)
231141 | Zig:17   | Got a translucent diamond amulet
231142 | Zig:17   | Identified the amulet "Tetzuuv" {Spirit rN+ MR+} (You found it on level 17 of a ziggurat)
231365 | Zig:18   | Entered Level 18 of a ziggurat
231365 | Zig:18   | Noticed an orb of fire
231365 | Zig:18   | Noticed an orb of fire
231365 | Zig:18   | Noticed an orb of fire
231365 | Zig:18   | Noticed an orb of fire
231365 | Zig:18   | Noticed an orb of fire
231365 | Zig:18   | Noticed an orb of fire
231365 | Zig:18   | Noticed an orb of fire
231365 | Zig:18   | Noticed an orb of fire
231365 | Zig:18   | Noticed an orb of fire
231365 | Zig:18   | Noticed an orb of fire
231365 | Zig:18   | Noticed an orb of fire
231365 | Zig:18   | Noticed an orb of fire
231365 | Zig:18   | Noticed an orb of fire
231365 | Zig:18   | Noticed an orb of fire
231365 | Zig:18   | Noticed an orb of fire
231365 | Zig:18   | Noticed an orb of fire
231365 | Zig:18   | Noticed an orb of fire
231365 | Zig:18   | Noticed an orb of fire
231365 | Zig:18   | Noticed an orb of fire
231372 | Zig:18   | Killed an orb of fire
231373 | Zig:18   | Noticed an orb of fire
231373 | Zig:18   | Killed an orb of fire
231373 | Zig:18   | Killed an orb of fire
231373 | Zig:18   | Killed an orb of fire
231373 | Zig:18   | Killed an orb of fire
231374 | Zig:18   | Noticed an orb of fire
231376 | Zig:18   | Killed an orb of fire
231378 | Zig:18   | Killed an orb of fire
231381 | Zig:18   | Killed an orb of fire
231381 | Zig:18   | Killed an orb of fire
231382 | Zig:18   | Killed an orb of fire
231383 | Zig:18   | Noticed an orb of fire
231384 | Zig:18   | Killed an orb of fire
231384 | Zig:18   | Killed an orb of fire
231384 | Zig:18   | Killed an orb of fire
231386 | Zig:18   | Killed an orb of fire
231387 | Zig:18   | Noticed an orb of fire
231387 | Zig:18   | Killed an orb of fire
231387 | Zig:18   | Killed an orb of fire
231388 | Zig:18   | Noticed an orb of fire
231388 | Zig:18   | Killed an orb of fire
231389 | Zig:18   | Killed an orb of fire
231392 | Zig:18   | Noticed an orb of fire
231400 | Zig:18   | Killed an orb of fire
231400 | Zig:18   | Killed an orb of fire
231405 | Zig:18   | Killed an orb of fire
231406 | Zig:18   | Killed an orb of fire
231406 | Zig:18   | Killed an orb of fire
231406 | Zig:18   | Killed an orb of fire
231407 | Zig:18   | Noticed an orb of fire
231407 | Zig:18   | Noticed an orb of fire
231407 | Zig:18   | Killed an orb of fire
231408 | Zig:18   | Noticed an orb of fire
231412 | Zig:18   | Noticed an orb of fire
231412 | Zig:18   | Killed an orb of fire
231413 | Zig:18   | Noticed an orb of fire
231413 | Zig:18   | Killed an orb of fire
231413 | Zig:18   | Killed an orb of fire
231413 | Zig:18   | Killed an orb of fire
231414 | Zig:18   | Noticed an orb of fire
231414 | Zig:18   | Noticed an orb of fire
231415 | Zig:18   | Killed an orb of fire
231416 | Zig:18   | Noticed an orb of fire
231416 | Zig:18   | Killed an orb of fire
231416 | Zig:18   | Killed an orb of fire
231418 | Zig:18   | Killed an orb of fire
231418 | Zig:18   | Killed an orb of fire
231419 | Zig:18   | Noticed an orb of fire
231419 | Zig:18   | Noticed an orb of fire
231419 | Zig:18   | Killed an orb of fire
231420 | Zig:18   | Noticed an orb of fire
231422 | Zig:18   | Noticed an orb of fire
231422 | Zig:18   | Noticed an orb of fire
231422 | Zig:18   | Noticed an orb of fire
231422 | Zig:18   | Noticed an orb of fire
231422 | Zig:18   | Noticed an orb of fire
231422 | Zig:18   | Killed an orb of fire
231422 | Zig:18   | Killed an orb of fire
231423 | Zig:18   | Noticed an orb of fire
231423 | Zig:18   | Noticed an orb of fire
231424 | Zig:18   | Noticed an orb of fire
231424 | Zig:18   | Noticed an orb of fire
231425 | Zig:18   | Noticed an orb of fire
231425 | Zig:18   | Noticed an orb of fire
231425 | Zig:18   | Noticed an orb of fire
231426 | Zig:18   | Noticed an orb of fire
231426 | Zig:18   | Killed an orb of fire
231428 | Zig:18   | Noticed an orb of fire
231428 | Zig:18   | Killed an orb of fire
231428 | Zig:18   | Killed an orb of fire
231428 | Zig:18   | Killed an orb of fire
231430 | Zig:18   | Killed an orb of fire
231430 | Zig:18   | Killed an orb of fire
231430 | Zig:18   | Killed an orb of fire
231430 | Zig:18   | Killed an orb of fire
231430 | Zig:18   | Killed an orb of fire
231430 | Zig:18   | Killed an orb of fire
231430 | Zig:18   | Killed an orb of fire
231435 | Zig:18   | Killed an orb of fire
231435 | Zig:18   | Killed an orb of fire
231435 | Zig:18   | Killed an orb of fire
231437 | Zig:18   | Killed an orb of fire
231439 | Zig:18   | Noticed an orb of fire
231441 | Zig:18   | Noticed an orb of fire
231441 | Zig:18   | Killed an orb of fire
231442 | Zig:18   | Killed an orb of fire
231445 | Zig:18   | Noticed an orb of fire
231447 | Zig:18   | Noticed an orb of fire
231451 | Zig:18   | Killed an orb of fire
231452 | Zig:18   | Killed an orb of fire
231453 | Zig:18   | Noticed an orb of fire
231456 | Zig:18   | Killed an orb of fire
231457 | Zig:18   | Noticed an orb of fire
231462 | Zig:18   | Killed an orb of fire
231550 | Zig:18   | Got a smoking copper ring
231551 | Zig:18   | Identified the ring "Nazicw" {Ice Str+7} (You found it on level 18 of a ziggurat)
231555 | Zig:18   | Identified the +2 hat "Xiklaah" {rElec rPois MR+} (You found it on level 18 of a ziggurat)
231562 | Zig:18   | Got a brightly glowing bronze amulet
231563 | Zig:18   | Identified the amulet of Qerait {*Drain +Inv +Fly Regen+ Str-3} (You found it on level 18 of a ziggurat)
231627 | Zig:19   | Entered Level 19 of a ziggurat
231771 | Zig:19   | Identified the +1 large shield "Xuoros" {rElec rF+ Int-3 Dex+6} (You found it on level 19 of a ziggurat)
231784 | Zig:20   | Entered Level 20 of a ziggurat
231784 | Zig:20   | Noticed a juggernaut
231784 | Zig:20   | Noticed a juggernaut
231784 | Zig:20   | Noticed a juggernaut
231784 | Zig:20   | Noticed a juggernaut
231784 | Zig:20   | Noticed a juggernaut
231784 | Zig:20   | Noticed a juggernaut
231784 | Zig:20   | Noticed a juggernaut
231784 | Zig:20   | Noticed a juggernaut
231784 | Zig:20   | Noticed a juggernaut
231784 | Zig:20   | Noticed a juggernaut
231784 | Zig:20   | Noticed a juggernaut
231784 | Zig:20   | Noticed a juggernaut
231784 | Zig:20   | Noticed a juggernaut
231786 | Zig:20   | Noticed a juggernaut
231787 | Zig:20   | Noticed a juggernaut
231788 | Zig:20   | Noticed a juggernaut
231788 | Zig:20   | Noticed a juggernaut
231788 | Zig:20   | Noticed a juggernaut
231788 | Zig:20   | Noticed a juggernaut
231788 | Zig:20   | Noticed a juggernaut
231788 | Zig:20   | Noticed a juggernaut
231788 | Zig:20   | Noticed a juggernaut
231789 | Zig:20   | Noticed a juggernaut
231789 | Zig:20   | Noticed a juggernaut
231789 | Zig:20   | Killed a juggernaut
231789 | Zig:20   | Killed a juggernaut
231790 | Zig:20   | Noticed a juggernaut
231791 | Zig:20   | Killed a juggernaut
231791 | Zig:20   | Killed a juggernaut
231791 | Zig:20   | Killed a juggernaut
231792 | Zig:20   | Killed a juggernaut
231792 | Zig:20   | Killed a juggernaut
231793 | Zig:20   | Noticed a juggernaut
231794 | Zig:20   | Noticed a juggernaut
231794 | Zig:20   | Killed a juggernaut
231794 | Zig:20   | Killed a juggernaut
231795 | Zig:20   | Noticed a juggernaut
231795 | Zig:20   | Noticed a juggernaut
231795 | Zig:20   | Killed a juggernaut
231796 | Zig:20   | Noticed a juggernaut
231796 | Zig:20   | Noticed a juggernaut
231796 | Zig:20   | Noticed a juggernaut
231796 | Zig:20   | Killed a juggernaut
231797 | Zig:20   | Noticed a juggernaut
231797 | Zig:20   | Killed a juggernaut
231798 | Zig:20   | Killed a juggernaut
231800 | Zig:20   | Noticed a juggernaut
231800 | Zig:20   | Killed a juggernaut
231800 | Zig:20   | Killed a juggernaut
231801 | Zig:20   | Noticed a juggernaut
231801 | Zig:20   | Noticed a juggernaut
231801 | Zig:20   | Noticed a juggernaut
231801 | Zig:20   | Killed a juggernaut
231801 | Zig:20   | Killed a juggernaut
231801 | Zig:20   | Killed a juggernaut
231801 | Zig:20   | Killed a juggernaut
231802 | Zig:20   | Noticed a juggernaut
231802 | Zig:20   | Noticed a juggernaut
231802 | Zig:20   | Killed a juggernaut
231802 | Zig:20   | Killed a juggernaut
231804 | Zig:20   | Killed a juggernaut
231804 | Zig:20   | Killed a juggernaut
231804 | Zig:20   | Killed a juggernaut
231805 | Zig:20   | Killed a juggernaut
231805 | Zig:20   | Killed a juggernaut
231805 | Zig:20   | Killed a juggernaut
231806 | Zig:20   | Noticed a juggernaut
231806 | Zig:20   | Noticed a juggernaut
231807 | Zig:20   | Noticed a juggernaut
231808 | Zig:20   | Killed a juggernaut
231809 | Zig:20   | Noticed a juggernaut
231811 | Zig:20   | Noticed a juggernaut
231811 | Zig:20   | Killed a juggernaut
231811 | Zig:20   | Killed a juggernaut
231813 | Zig:20   | Killed a juggernaut
231814 | Zig:20   | Killed a juggernaut
231815 | Zig:20   | Noticed a juggernaut
231815 | Zig:20   | Killed a juggernaut
231815 | Zig:20   | Killed a juggernaut
231816 | Zig:20   | Noticed a juggernaut
231816 | Zig:20   | Killed a juggernaut
231816 | Zig:20   | Killed a juggernaut
231817 | Zig:20   | Killed a juggernaut
231817 | Zig:20   | Killed a juggernaut
231818 | Zig:20   | Noticed a juggernaut
231818 | Zig:20   | Noticed a juggernaut
231819 | Zig:20   | Noticed a juggernaut
231819 | Zig:20   | Noticed a juggernaut
231819 | Zig:20   | Noticed a juggernaut
231819 | Zig:20   | Killed a juggernaut
231823 | Zig:20   | Noticed a juggernaut
231823 | Zig:20   | Noticed a juggernaut
231823 | Zig:20   | Noticed a juggernaut
231824 | Zig:20   | Killed a juggernaut
231824 | Zig:20   | Killed a juggernaut
231825 | Zig:20   | Noticed a juggernaut
231825 | Zig:20   | Killed a juggernaut
231825 | Zig:20   | Killed a juggernaut
231825 | Zig:20   | Killed a juggernaut
231825 | Zig:20   | Killed a juggernaut
231826 | Zig:20   | Killed a juggernaut
231826 | Zig:20   | Killed a juggernaut
231826 | Zig:20   | Killed a juggernaut
231826 | Zig:20   | Killed a juggernaut
231827 | Zig:20   | Noticed a juggernaut
231827 | Zig:20   | Noticed a juggernaut
231827 | Zig:20   | Killed a juggernaut
231828 | Zig:20   | Killed a juggernaut
231830 | Zig:20   | Noticed a juggernaut
231830 | Zig:20   | Killed a juggernaut
231836 | Zig:20   | Killed a juggernaut
231836 | Zig:20   | Killed a juggernaut
231836 | Zig:20   | Killed a juggernaut
231837 | Zig:20   | Killed a juggernaut
231837 | Zig:20   | Killed a juggernaut
231837 | Zig:20   | Killed a juggernaut
231919 | Zig:20   | Got a wavering emerald amulet
231920 | Zig:20   | Identified the amulet of Creativity {Faith rF+ MR- Str+4} (You found it on level 20 of a ziggurat)
231925 | Zig:20   | Got a wavering steel ring
231926 | Zig:20   | Identified the ring "Soapethro" {MR+ Int+4 Stlth-} (You found it on level 20 of a ziggurat)
231946 | Zig:20   | Got a vibrating copper amulet
231947 | Zig:20   | Identified the amulet "Gyepno" {Harm *Drain Str+4} (You found it on level 20 of a ziggurat)
232022 | Zig:20   | Got a pitted emerald amulet
232023 | Zig:20   | Identified the amulet "Guwongoc" {Inacc Dex+3} (You found it on level 20 of a ziggurat)
232027 | Zig:20   | Got a sparkling copper ring
232028 | Zig:20   | Identified the ring "Hiesas" {rElec Str+2 Stlth+} (You found it on level 20 of a ziggurat)
232080 | Zig:21   | Entered Level 21 of a ziggurat
232129 | Zig:21   | Got an ancient bronze amulet
232131 | Zig:21   | Identified the amulet "Ohi Owon" {Inacc rF++ rN+ Str-3 Dex+2} (You found it on level 21 of a ziggurat)
232134 | Zig:21   | Got a vibrating ivory ring
232135 | Zig:21   | Identified the ring "Iduc" {rCorr rPois rC++ Str-2 Stlth+} (You found it on level 21 of a ziggurat)
232163 | Zig:21   | Got a crude platinum ring
232164 | Zig:21   | Identified the ring of the Cricket {EV+3 Int+3} (You found it on level 21 of a ziggurat)
232172 | Zig:21   | Identified the Almanac of Clay and Execration
232364 | Zig:22   | Entered Level 22 of a ziggurat
232430 | Zig:22   | Noticed Sycsu the pandemonium lord
232433 | Zig:22   | Killed Sycsu the pandemonium lord
232570 | Zig:22   | Got a bound copper ring
232571 | Zig:22   | Identified the ring "Moarick" {rPois Dex+3} (You found it on level 22 of a ziggurat)
232589 | Zig:22   | Identified the +0 pair of gloves "Cited" {rC++ MR- Dex+3} (You found it on level 22 of a ziggurat)
232595 | Zig:22   | Got a crude broad axe
232596 | Zig:22   | Identified the +5 broad axe "Xevvyr" {speed, Dex+2 Stlth+} (You found it on level 22 of a ziggurat)
232639 | Zig:23   | Entered Level 23 of a ziggurat
232639 | Zig:23   | Noticed Usmask the pandemonium lord
232639 | Zig:23   | Noticed Hudoneck the pandemonium lord
232639 | Zig:23   | Noticed Nint the pandemonium lord
232639 | Zig:23   | Noticed Piac the pandemonium lord
232639 | Zig:23   | Noticed Vouneis the pandemonium lord
232639 | Zig:23   | Noticed Plog the pandemonium lord
232639 | Zig:23   | Noticed Juacink the pandemonium lord
232639 | Zig:23   | Noticed Rouhet the pandemonium lord
232639 | Zig:23   | Noticed Irulohu the pandemonium lord
232639 | Zig:23   | Noticed Coxter Xucu the pandemonium lord
232639 | Zig:23   | Noticed Zijic the pandemonium lord
232639 | Zig:23   | Noticed Hucuh the pandemonium lord
232639 | Zig:23   | Noticed Foj Koc the pandemonium lord
232639 | Zig:23   | Noticed Ceroluxoosk the pandemonium lord
232639 | Zig:23   | Noticed Adilime the pandemonium lord
232639 | Zig:23   | Noticed Hateijee the pandemonium lord
232639 | Zig:23   | Noticed Diefauj the pandemonium lord
232639 | Zig:23   | Noticed Capiom the pandemonium lord
232639 | Zig:23   | Noticed Asmu Gae the pandemonium lord
232639 | Zig:23   | Noticed Ricazufe the pandemonium lord
232639 | Zig:23   | Noticed Zianareud the pandemonium lord
232639 | Zig:23   | Noticed Bocik the pandemonium lord
232639 | Zig:23   | Noticed Vyiraixy the pandemonium lord
232639 | Zig:23   | Noticed Qanilaf the pandemonium lord
232639 | Zig:23   | Noticed Obitz the pandemonium lord
232639 | Zig:23   | Noticed Ullebyzek the pandemonium lord
232642 | Zig:23   | Noticed Ocerrue the pandemonium lord
232643 | Zig:23   | Noticed Facwuus the pandemonium lord
232643 | Zig:23   | Noticed Lawougru the pandemonium lord
232643 | Zig:23   | Noticed Figis the pandemonium lord
232643 | Zig:23   | Noticed Maucieje the pandemonium lord
232643 | Zig:23   | Killed Hateijee the pandemonium lord
232643 | Zig:23   | Killed Qanilaf the pandemonium lord
232644 | Zig:23   | Killed Diefauj the pandemonium lord
232645 | Zig:23   | Noticed Laucaikk the pandemonium lord
232647 | Zig:23   | Killed Zijic the pandemonium lord
232648 | Zig:23   | Noticed Ylehearr the pandemonium lord
232648 | Zig:23   | Killed Zianareud the pandemonium lord
232648 | Zig:23   | Killed Rouhet the pandemonium lord
232648 | Zig:23   | Killed Bocik the pandemonium lord
232648 | Zig:23   | Killed Vyiraixy the pandemonium lord
232649 | Zig:23   | Noticed Reiwy the pandemonium lord
232650 | Zig:23   | Noticed Vuehe the pandemonium lord
232650 | Zig:23   | Killed Obitz the pandemonium lord
232651 | Zig:23   | Noticed Puqutauj the pandemonium lord
232652 | Zig:23   | Killed Ullebyzek the pandemonium lord
232652 | Zig:23   | Killed Hudoneck the pandemonium lord
232653 | Zig:23   | Noticed Beceu the pandemonium lord
232653 | Zig:23   | Killed Foj Koc the pandemonium lord
232653 | Zig:23   | Cast into level 5 of the Abyss (Ricazufe)
232653 | Abyss:5  | Entered Level 5 of the Abyss
232667 | Abyss:5  | Found a corrupted altar of Lugonu.
232695 | Zig:23   | Escaped the Abyss
232696 | Zig:23   | Noticed Eschatie the pandemonium lord
232697 | Zig:23   | Noticed Metuosar the pandemonium lord
232698 | Zig:23   | Noticed Losa Goi the pandemonium lord
232698 | Zig:23   | Killed Irulohu the pandemonium lord
232700 | Zig:23   | Noticed Keethrek the pandemonium lord
232700 | Zig:23   | Killed Maucieje the pandemonium lord
232701 | Zig:23   | Noticed Cepsied the pandemonium lord
232701 | Zig:23   | Noticed Cygoz the pandemonium lord
232701 | Zig:23   | Noticed Luweagh the pandemonium lord
232702 | Zig:23   | Noticed Elyhun the pandemonium lord
232702 | Zig:23   | Noticed Boitacan the pandemonium lord
232702 | Zig:23   | Noticed Oratud the pandemonium lord
232702 | Zig:23   | Noticed Maeckiro the pandemonium lord
232702 | Zig:23   | Noticed Zigeerif the pandemonium lord
232702 | Zig:23   | Noticed Zewabb the pandemonium lord
232702 | Zig:23   | Noticed Owneerph the pandemonium lord
232702 | Zig:23   | Noticed Evutapukh the pandemonium lord
232702 | Zig:23   | Noticed Qenoeris the pandemonium lord
232702 | Zig:23   | Noticed Doununy the pandemonium lord
232702 | Zig:23   | Noticed Wudiwus the pandemonium lord
232702 | Zig:23   | Noticed Mathihaq the pandemonium lord
232702 | Zig:23   | Noticed Lazufuc the pandemonium lord
232702 | Zig:23   | Noticed Cabb the pandemonium lord
232703 | Zig:23   | Noticed Fofuysimn the pandemonium lord
232703 | Zig:23   | Noticed Sotiohit the pandemonium lord
232703 | Zig:23   | Noticed Weutzarcho the pandemonium lord
232703 | Zig:23   | Noticed Garaby the pandemonium lord
232703 | Zig:23   | Noticed Juasag the pandemonium lord
232704 | Zig:23   | Noticed Ninkaf the pandemonium lord
232704 | Zig:23   | Killed Asmu Gae the pandemonium lord
232705 | Zig:23   | Noticed Butuush the pandemonium lord
232705 | Zig:23   | Noticed Suwn the pandemonium lord
232705 | Zig:23   | Killed Eschatie the pandemonium lord
232705 | Zig:23   | Killed Ceroluxoosk the pandemonium lord
232706 | Zig:23   | Noticed Qourinwo the pandemonium lord
232706 | Zig:23   | Noticed Lacs the pandemonium lord
232706 | Zig:23   | Noticed Faegeewk the pandemonium lord
232706 | Zig:23   | Killed Owneerph the pandemonium lord
232706 | Zig:23   | Killed Juacink the pandemonium lord
232706 | Zig:23   | Killed Keethrek the pandemonium lord
232706 | Zig:23   | Killed Doununy the pandemonium lord
232706 | Zig:23   | Killed Ricazufe the pandemonium lord
232706 | Zig:23   | Killed Weutzarcho the pandemonium lord
232706 | Zig:23   | Killed Capiom the pandemonium lord
232707 | Zig:23   | Noticed Archocw the pandemonium lord
232707 | Zig:23   | Noticed Bofustrep the pandemonium lord
232707 | Zig:23   | Noticed Vyizap the pandemonium lord
232707 | Zig:23   | Killed Ocerrue the pandemonium lord
232707 | Zig:23   | Killed Cygoz the pandemonium lord
232707 | Zig:23   | Killed Losa Goi the pandemonium lord
232707 | Zig:23   | Killed Luweagh the pandemonium lord
232708 | Zig:23   | Noticed Lirosa the pandemonium lord
232708 | Zig:23   | Noticed Mutsuykh the pandemonium lord
232709 | Zig:23   | Noticed Pekkupok the pandemonium lord
232710 | Zig:23   | Noticed Xeagem the pandemonium lord
232710 | Zig:23   | Killed Hucuh the pandemonium lord
232710 | Zig:23   | Killed Cabb the pandemonium lord
232710 | Zig:23   | Killed Lacs the pandemonium lord
232710 | Zig:23   | Killed Boitacan the pandemonium lord
232710 | Zig:23   | Killed Figis the pandemonium lord
232711 | Zig:23   | Noticed Itrul the pandemonium lord
232711 | Zig:23   | Noticed Seikuklu the pandemonium lord
232711 | Zig:23   | Noticed Nudacef the pandemonium lord
232713 | Zig:23   | Killed Facwuus the pandemonium lord
232714 | Zig:23   | Noticed Zeshruke the pandemonium lord
232714 | Zig:23   | Killed Lazufuc the pandemonium lord
232714 | Zig:23   | Killed Coxter Xucu the pandemonium lord
232715 | Zig:23   | Noticed Vawynom the pandemonium lord
232719 | Zig:23   | Killed Evutapukh the pandemonium lord
232720 | Zig:23   | Killed Faegeewk the pandemonium lord
232726 | Zig:23   | Killed Elyhun the pandemonium lord
232727 | Zig:23   | Killed Vouneis the pandemonium lord
232733 | Zig:23   | Killed Puqutauj the pandemonium lord
232735 | Zig:23   | Killed Garaby the pandemonium lord
232737 | Zig:23   | Killed Laucaikk the pandemonium lord
232737 | Zig:23   | Killed Mutsuykh the pandemonium lord
232737 | Zig:23   | Killed Cepsied the pandemonium lord
232738 | Zig:23   | Killed Butuush the pandemonium lord
232741 | Zig:23   | Killed Piac the pandemonium lord
232744 | Zig:23   | Noticed Jomeiwku the pandemonium lord
232744 | Zig:23   | Killed Qourinwo the pandemonium lord
232744 | Zig:23   | Killed Xeagem the pandemonium lord
232745 | Zig:23   | Noticed Roxerial the pandemonium lord
232745 | Zig:23   | Killed Zigeerif the pandemonium lord
232746 | Zig:23   | Noticed Banenabo the pandemonium lord
232746 | Zig:23   | Killed Ylehearr the pandemonium lord
232747 | Zig:23   | Noticed Dofej the pandemonium lord
232747 | Zig:23   | Killed Wudiwus the pandemonium lord
232748 | Zig:23   | Noticed Bigoanih the pandemonium lord
232748 | Zig:23   | Killed Nint the pandemonium lord
232749 | Zig:23   | Killed Archocw the pandemonium lord
232750 | Zig:23   | Killed Fofuysimn the pandemonium lord
232753 | Zig:23   | Killed Jomeiwku the pandemonium lord
232756 | Zig:23   | Noticed Yraxt the pandemonium lord
232757 | Zig:23   | Noticed Ucioros the pandemonium lord
232757 | Zig:23   | Noticed Kecleaxo the pandemonium lord
232757 | Zig:23   | Killed Mathihaq the pandemonium lord
232757 | Zig:23   | Killed Plog the pandemonium lord
232758 | Zig:23   | Killed Pekkupok the pandemonium lord
232759 | Zig:23   | Killed Adilime the pandemonium lord
232759 | Zig:23   | Killed Sotiohit the pandemonium lord
232759 | Zig:23   | Killed Metuosar the pandemonium lord
232759 | Zig:23   | Killed Reiwy the pandemonium lord
232759 | Zig:23   | Killed Seikuklu the pandemonium lord
232760 | Zig:23   | Killed Nudacef the pandemonium lord
232761 | Zig:23   | Killed Bofustrep the pandemonium lord
232761 | Zig:23   | Killed Banenabo the pandemonium lord
232761 | Zig:23   | Killed Suwn the pandemonium lord
232761 | Zig:23   | Killed Oratud the pandemonium lord
232763 | Zig:23   | Killed Zeshruke the pandemonium lord
232763 | Zig:23   | Killed Vawynom the pandemonium lord
232763 | Zig:23   | Killed Beceu the pandemonium lord
232763 | Zig:23   | Killed Vyizap the pandemonium lord
232765 | Zig:23   | Killed Ucioros the pandemonium lord
232765 | Zig:23   | Killed Maeckiro the pandemonium lord
232766 | Zig:23   | Noticed Zuer the pandemonium lord
232766 | Zig:23   | Noticed Hewilag the pandemonium lord
232766 | Zig:23   | Killed Juasag the pandemonium lord
232766 | Zig:23   | Killed Usmask the pandemonium lord
232767 | Zig:23   | Noticed Unanaqut the pandemonium lord
232768 | Zig:23   | Noticed Berch the pandemonium lord
232768 | Zig:23   | Noticed Qostiwom the pandemonium lord
232768 | Zig:23   | Killed Zuer the pandemonium lord
232768 | Zig:23   | Killed Kecleaxo the pandemonium lord
232768 | Zig:23   | Killed Bypy the pandemonium lord
232769 | Zig:23   | Killed Roxerial the pandemonium lord
232769 | Zig:23   | Killed Vudduu the pandemonium lord
232769 | Zig:23   | Killed Hewilag the pandemonium lord
232773 | Zig:23   | Noticed Ohuowyfyfe the pandemonium lord
232773 | Zig:23   | Noticed Tiwiost the pandemonium lord
232774 | Zig:23   | Noticed Vyllaoxt the pandemonium lord
232774 | Zig:23   | Killed Qostiwom the pandemonium lord
232774 | Zig:23   | Killed Berch the pandemonium lord
232774 | Zig:23   | Killed Yraxt the pandemonium lord
232774 | Zig:23   | Killed Bigoanih the pandemonium lord
232774 | Zig:23   | Killed Ohuowyfyfe the pandemonium lord
232775 | Zig:23   | Noticed Buwnavom the pandemonium lord
232775 | Zig:23   | Noticed Zuetz the pandemonium lord
232775 | Zig:23   | Noticed Xettaib the pandemonium lord
232775 | Zig:23   | Killed Xettaib the pandemonium lord
232776 | Zig:23   | Noticed Cuyfoham the pandemonium lord
232777 | Zig:23   | Noticed Cix Burch the pandemonium lord
232777 | Zig:23   | Noticed Mouha the pandemonium lord
232777 | Zig:23   | Killed Cix Burch the pandemonium lord
232777 | Zig:23   | Killed Lirosa the pandemonium lord
232777 | Zig:23   | Killed Ynwefuss the pandemonium lord
232778 | Zig:23   | Killed Mouha the pandemonium lord
232778 | Zig:23   | Killed Qenoeris the pandemonium lord
232778 | Zig:23   | Killed Vuehe the pandemonium lord
232778 | Zig:23   | Killed Itrul the pandemonium lord
232780 | Zig:23   | Noticed Wenak the pandemonium lord
232781 | Zig:23   | Noticed Kiam the pandemonium lord
232782 | Zig:23   | Noticed Zatraa the pandemonium lord
232783 | Zig:23   | Killed Tiwiost the pandemonium lord
232784 | Zig:23   | Killed Zuetz the pandemonium lord
232785 | Zig:23   | Noticed Nesch the pandemonium lord
232785 | Zig:23   | Noticed Qiackaru the pandemonium lord
232785 | Zig:23   | Noticed Razeureg the pandemonium lord
232785 | Zig:23   | Killed Dofej the pandemonium lord
232785 | Zig:23   | Killed Buwnavom the pandemonium lord
232785 | Zig:23   | Killed Lawougru the pandemonium lord
232786 | Zig:23   | Noticed Tewing the pandemonium lord
232786 | Zig:23   | Noticed Vinebr Hosuh the pandemonium lord
232786 | Zig:23   | Killed Kiam the pandemonium lord
232788 | Zig:23   | Noticed Geqerosm the pandemonium lord
232791 | Zig:23   | Noticed Qoankyte the pandemonium lord
232793 | Zig:23   | Noticed Xihis the pandemonium lord
232793 | Zig:23   | Noticed Ubukkack the pandemonium lord
232796 | Zig:23   | Killed Wenak the pandemonium lord
232800 | Zig:23   | Noticed Iwatiola the pandemonium lord
232801 | Zig:23   | Noticed Mocwid the pandemonium lord
232801 | Zig:23   | Noticed Jyxasiac the pandemonium lord
232801 | Zig:23   | Killed Cuyfoham the pandemonium lord
232801 | Zig:23   | Killed Ninkaf the pandemonium lord
232801 | Zig:23   | Killed Vyllaoxt the pandemonium lord
232802 | Zig:23   | Killed Geqerosm the pandemonium lord
232802 | Zig:23   | Killed Ubukkack the pandemonium lord
232802 | Zig:23   | Killed Zatraa the pandemonium lord
232803 | Zig:23   | Noticed Jump the pandemonium lord
232803 | Zig:23   | Noticed Vifu the pandemonium lord
232803 | Zig:23   | Noticed Xuopsytu the pandemonium lord
232803 | Zig:23   | Noticed Hiyfurib the pandemonium lord
232803 | Zig:23   | Killed Tewing the pandemonium lord
232804 | Zig:23   | Noticed Wastueki the pandemonium lord
232805 | Zig:23   | Noticed Zaemubri the pandemonium lord
232805 | Zig:23   | Noticed Boseg the pandemonium lord
232806 | Zig:23   | Noticed Haicaof the pandemonium lord
232806 | Zig:23   | Noticed Zeitzim the pandemonium lord
232806 | Zig:23   | Noticed Onoce the pandemonium lord
232806 | Zig:23   | Killed Xuopsytu the pandemonium lord
232806 | Zig:23   | Killed Iwatiola the pandemonium lord
232806 | Zig:23   | Killed Xoerhog the pandemonium lord
232807 | Zig:23   | Noticed Wazuzom the pandemonium lord
232810 | Zig:23   | Killed Vinebr Hosuh the pandemonium lord
232810 | Zig:23   | Killed Qiackaru the pandemonium lord
232810 | Zig:23   | Killed Babit the pandemonium lord
232810 | Zig:23   | Killed Boseg the pandemonium lord
232810 | Zig:23   | Killed Hiyfurib the pandemonium lord
232811 | Zig:23   | Noticed Yryin the pandemonium lord
232811 | Zig:23   | Killed Onoce the pandemonium lord
232811 | Zig:23   | Killed Jump the pandemonium lord
232811 | Zig:23   | Killed Nesch the pandemonium lord
232811 | Zig:23   | Killed Wastueki the pandemonium lord
232812 | Zig:23   | Noticed Sacaj the pandemonium lord
232813 | Zig:23   | Noticed Duith the pandemonium lord
232813 | Zig:23   | Killed Xihis the pandemonium lord
232814 | Zig:23   | Noticed Ummogiha the pandemonium lord
232814 | Zig:23   | Noticed Ecofeaci the pandemonium lord
232814 | Zig:23   | Noticed Edweuti the pandemonium lord
232814 | Zig:23   | Killed Jyxasiac the pandemonium lord
232815 | Zig:23   | Noticed Qenloq the pandemonium lord
232815 | Zig:23   | Killed Mocwid the pandemonium lord
232815 | Zig:23   | Killed Qoankyte the pandemonium lord
232817 | Zig:23   | Noticed Difium the pandemonium lord
232817 | Zig:23   | Killed Wazuzom the pandemonium lord
232818 | Zig:23   | Noticed Waiptos the pandemonium lord
232818 | Zig:23   | Killed Haicaof the pandemonium lord
232818 | Zig:23   | Killed Ecofeaci the pandemonium lord
232818 | Zig:23   | Killed Razeureg the pandemonium lord
232818 | Zig:23   | Killed Zeitzim the pandemonium lord
232819 | Zig:23   | Noticed Icon the pandemonium lord
232819 | Zig:23   | Noticed Cucorr the pandemonium lord
232819 | Zig:23   | Noticed Carizaz the pandemonium lord
232824 | Zig:23   | Noticed Wapahuvo the pandemonium lord
232826 | Zig:23   | Killed Zaemubri the pandemonium lord
232826 | Zig:23   | Killed Qenloq the pandemonium lord
232827 | Zig:23   | Killed Duith the pandemonium lord
232828 | Zig:23   | Killed Yryin the pandemonium lord
232829 | Zig:23   | Noticed Nilumisch the pandemonium lord
232831 | Zig:23   | Noticed Fesesywn the pandemonium lord
232831 | Zig:23   | Noticed Kimae the pandemonium lord
232831 | Zig:23   | Noticed Pogg the pandemonium lord
232831 | Zig:23   | Killed Difium the pandemonium lord
232831 | Zig:23   | Killed Carizaz the pandemonium lord
232831 | Zig:23   | Killed Unanaqut the pandemonium lord
232831 | Zig:23   | Killed Icon the pandemonium lord
232832 | Zig:23   | Noticed Nycwahis the pandemonium lord
232832 | Zig:23   | Killed Wapahuvo the pandemonium lord
232832 | Zig:23   | Killed Cucorr the pandemonium lord
232832 | Zig:23   | Killed Waiptos the pandemonium lord
232832 | Zig:23   | Killed Nilumisch the pandemonium lord
232832 | Zig:23   | Killed Vifu the pandemonium lord
232832 | Zig:23   | Killed Fesesywn the pandemonium lord
232832 | Zig:23   | Killed Edweuti the pandemonium lord
232833 | Zig:23   | Killed Sacaj the pandemonium lord
232833 | Zig:23   | Killed Pogg the pandemonium lord
232834 | Zig:23   | Noticed Oluluguc the pandemonium lord
232835 | Zig:23   | Killed Ummogiha the pandemonium lord
232835 | Zig:23   | Killed Kimae the pandemonium lord
232837 | Zig:23   | Killed Oluluguc the pandemonium lord
232837 | Zig:23   | Killed Yxiushij the pandemonium lord
232838 | Zig:23   | Noticed Apiclo the pandemonium lord
232838 | Zig:23   | Killed Nycwahis the pandemonium lord
232838 | Zig:23   | Killed Zewabb the pandemonium lord
232839 | Zig:23   | Noticed Ruzuc the pandemonium lord
232839 | Zig:23   | Killed Apiclo the pandemonium lord
232840 | Zig:23   | Noticed Xiuthoc the pandemonium lord
232841 | Zig:23   | Noticed Zupi the pandemonium lord
232841 | Zig:23   | Noticed Kodi Xics the pandemonium lord
232842 | Zig:23   | Killed Xiuthoc the pandemonium lord
232843 | Zig:23   | Noticed Pualulawaw the pandemonium lord
232843 | Zig:23   | Killed Ruzuc the pandemonium lord
232843 | Zig:23   | Killed Kodi Xics the pandemonium lord
232843 | Zig:23   | Killed Zupi the pandemonium lord
232845 | Zig:23   | Noticed Bomn the pandemonium lord
232845 | Zig:23   | Noticed a juggernaut
232846 | Zig:23   | Noticed Suqo the pandemonium lord
232846 | Zig:23   | Noticed Riqygeir the pandemonium lord
232846 | Zig:23   | a juggernaut changed into a caustic shrike
232847 | Zig:23   | Noticed Lihofero the pandemonium lord
232847 | Zig:23   | Noticed Pakaarela the pandemonium lord
232847 | Zig:23   | Killed Lihofero the pandemonium lord
232849 | Zig:23   | Killed Pualulawaw the pandemonium lord
232849 | Zig:23   | Killed Suqo the pandemonium lord
232851 | Zig:23   | Noticed a juggernaut
232851 | Zig:23   | Killed Bomn the pandemonium lord
232851 | Zig:23   | Killed Riqygeir the pandemonium lord
232851 | Zig:23   | Killed Pakaarela the pandemonium lord
232851 | Zig:23   | a juggernaut changed into a shard shrike
232852 | Zig:23   | Killed Edeeplapp the pandemonium lord
232935 | Zig:23   | Got a scintillating pewter amulet
232936 | Zig:23   | Identified the amulet of the Skies Above {rC- Regen+ Int+4 SInv} (You found it on level 23 of a ziggurat)
232963 | Zig:23   | Got a crude ivory ring
232965 | Zig:23   | Identified the ring "Uniuwoj" {Ice Dex+5 Stlth+} (You found it on level 23 of a ziggurat)
232982 | Zig:23   | Got a scorched brass ring
232983 | Zig:23   | Identified the ring "Dulix" {rElec MP+9 Str+2 Slay+2} (You found it on level 23 of a ziggurat)
232987 | Zig:23   | Got a steaming pewter ring
232988 | Zig:23   | Identified the ring of the Centipede {*Slow rElec EV+3 Dex+5} (You found it on level 23 of a ziggurat)
233010 | Zig:23   | Identified the cursed +0 cloak of Dice, Bag, and Bottle {Regen+ Str+3} (You found it on level 23 of a ziggurat)
233050 | Zig:24   | Entered Level 24 of a ziggurat
233171 | Zig:24   | Identified the +1 pair of boots of Indemnity {rC+ rN+ Str+9} (You found it on level 24 of a ziggurat)
233203 | Zig:24   | Got a scorched ivory ring
233205 | Zig:24   | Identified the ring "Oparrem" {+Blink rF- rN++ AC+3 Dex-5} (You found it on level 24 of a ziggurat)
233211 | Zig:24   | Got an ancient marble ring
233212 | Zig:24   | Identified the ring of Tobot {Wiz Str-3 Int+4 Dex+2} (You found it on level 24 of a ziggurat)
233235 | Zig:24   | Identified Sif Muna's Guide on Supportive Intoxication
233244 | Zig:25   | Entered Level 25 of a ziggurat
233244 | Zig:25   | Noticed a juggernaut
233244 | Zig:25   | Noticed a juggernaut
233246 | Zig:25   | Noticed a juggernaut
233247 | Zig:25   | Noticed a juggernaut
233250 | Zig:25   | Noticed a juggernaut
233251 | Zig:25   | Killed a juggernaut
233252 | Zig:25   | Noticed a juggernaut
233252 | Zig:25   | Noticed a juggernaut
233252 | Zig:25   | Noticed a juggernaut
233252 | Zig:25   | Killed a juggernaut
233252 | Zig:25   | Killed a juggernaut
233253 | Zig:25   | Noticed a juggernaut
233253 | Zig:25   | Noticed a juggernaut
233253 | Zig:25   | Killed a juggernaut
233254 | Zig:25   | Killed a juggernaut
233255 | Zig:25   | Noticed a juggernaut
233255 | Zig:25   | Noticed a juggernaut
233255 | Zig:25   | Noticed a juggernaut
233255 | Zig:25   | Noticed a juggernaut
233256 | Zig:25   | Noticed a juggernaut
233256 | Zig:25   | Noticed a juggernaut
233256 | Zig:25   | Noticed a juggernaut
233256 | Zig:25   | Noticed a juggernaut
233258 | Zig:25   | Noticed a juggernaut
233260 | Zig:25   | Noticed a juggernaut
233263 | Zig:25   | Noticed a juggernaut
233263 | Zig:25   | Killed a juggernaut
233263 | Zig:25   | Killed a juggernaut
233263 | Zig:25   | Killed a juggernaut
233263 | Zig:25   | Killed a juggernaut
233263 | Zig:25   | Killed a juggernaut
233263 | Zig:25   | Killed a juggernaut
233263 | Zig:25   | Killed a juggernaut
233263 | Zig:25   | Killed a juggernaut
233264 | Zig:25   | Killed a juggernaut
233264 | Zig:25   | Killed a juggernaut
233264 | Zig:25   | Killed a juggernaut
233264 | Zig:25   | Killed a juggernaut
233264 | Zig:25   | Killed a juggernaut
233264 | Zig:25   | Killed a juggernaut
233265 | Zig:25   | Killed a juggernaut
233266 | Zig:25   | Noticed a juggernaut
233267 | Zig:25   | Noticed a juggernaut
233268 | Zig:25   | Noticed a juggernaut
233268 | Zig:25   | Noticed a juggernaut
233268 | Zig:25   | Noticed a juggernaut
233268 | Zig:25   | Noticed a juggernaut
233268 | Zig:25   | Killed a juggernaut
233269 | Zig:25   | Noticed a juggernaut
233269 | Zig:25   | Noticed a juggernaut
233270 | Zig:25   | Noticed a juggernaut
233270 | Zig:25   | Noticed a juggernaut
233270 | Zig:25   | Noticed a juggernaut
233270 | Zig:25   | Noticed a juggernaut
233270 | Zig:25   | Noticed a juggernaut
233272 | Zig:25   | Noticed a juggernaut
233276 | Zig:25   | Noticed a juggernaut
233276 | Zig:25   | Killed a juggernaut
233277 | Zig:25   | Killed a juggernaut
233277 | Zig:25   | Killed a juggernaut
233277 | Zig:25   | Killed a juggernaut
233277 | Zig:25   | Killed a juggernaut
233278 | Zig:25   | Noticed a juggernaut
233278 | Zig:25   | Noticed a juggernaut
233278 | Zig:25   | Killed a juggernaut
233278 | Zig:25   | Killed a juggernaut
233278 | Zig:25   | Killed a juggernaut
233278 | Zig:25   | Killed a juggernaut
233279 | Zig:25   | Noticed a juggernaut
233279 | Zig:25   | Noticed a juggernaut
233279 | Zig:25   | Noticed a juggernaut
233279 | Zig:25   | Killed a juggernaut
233279 | Zig:25   | Killed a juggernaut
233279 | Zig:25   | Killed a juggernaut
233280 | Zig:25   | Killed a juggernaut
233280 | Zig:25   | Killed a juggernaut
233282 | Zig:25   | Killed a juggernaut
233282 | Zig:25   | Killed a juggernaut
233288 | Zig:25   | Noticed a juggernaut
233288 | Zig:25   | Noticed a juggernaut
233289 | Zig:25   | Noticed a juggernaut
233289 | Zig:25   | Killed a juggernaut
233289 | Zig:25   | Killed a juggernaut
233289 | Zig:25   | Killed a juggernaut
233289 | Zig:25   | Killed a juggernaut
233290 | Zig:25   | Noticed a juggernaut
233291 | Zig:25   | Noticed a juggernaut
233291 | Zig:25   | Noticed a juggernaut
233292 | Zig:25   | Killed a juggernaut
233292 | Zig:25   | Killed a juggernaut
233293 | Zig:25   | Noticed a juggernaut
233293 | Zig:25   | Killed a juggernaut
233294 | Zig:25   | Noticed a juggernaut
233295 | Zig:25   | Killed a juggernaut
233302 | Zig:25   | Killed a juggernaut
233302 | Zig:25   | Killed a juggernaut
233302 | Zig:25   | Killed a juggernaut
233302 | Zig:25   | Killed a juggernaut
233336 | Zig:25   | Got a crude lead ring
233338 | Zig:25   | Identified the ring of the Sun {rN+ Int+3 Stlth+} (You found it on level 25 of a ziggurat)
233349 | Zig:25   | Identified the Tome of the Assistive Entourage
233525 | Zig:26   | Entered Level 26 of a ziggurat
233525 | Zig:26   | Noticed a juggernaut
233525 | Zig:26   | Noticed a juggernaut
233525 | Zig:26   | Noticed a juggernaut
233525 | Zig:26   | Noticed a juggernaut
233525 | Zig:26   | Noticed a juggernaut
233525 | Zig:26   | Noticed a juggernaut
233525 | Zig:26   | Noticed a juggernaut
233525 | Zig:26   | Noticed a juggernaut
233528 | Zig:26   | Noticed a juggernaut
233529 | Zig:26   | Noticed a juggernaut
233532 | Zig:26   | Noticed a juggernaut
233533 | Zig:26   | Killed a juggernaut
233533 | Zig:26   | Killed a juggernaut
233533 | Zig:26   | Killed a juggernaut
233533 | Zig:26   | Killed a juggernaut
233534 | Zig:26   | Killed a juggernaut
233534 | Zig:26   | Killed a juggernaut
233534 | Zig:26   | Killed a juggernaut
233535 | Zig:26   | Noticed a juggernaut
233535 | Zig:26   | Killed a juggernaut
233535 | Zig:26   | Killed a juggernaut
233536 | Zig:26   | Noticed a juggernaut
233536 | Zig:26   | Noticed a juggernaut
233536 | Zig:26   | Noticed a juggernaut
233536 | Zig:26   | Noticed a juggernaut
233536 | Zig:26   | Noticed a juggernaut
233536 | Zig:26   | Killed a juggernaut
233537 | Zig:26   | Noticed a juggernaut
233537 | Zig:26   | Noticed a juggernaut
233537 | Zig:26   | Killed a juggernaut
233538 | Zig:26   | Noticed a juggernaut
233538 | Zig:26   | Noticed a juggernaut
233539 | Zig:26   | Noticed a juggernaut
233542 | Zig:26   | Noticed a juggernaut
233545 | Zig:26   | Noticed a juggernaut
233545 | Zig:26   | Killed a juggernaut
233546 | Zig:26   | Killed a juggernaut
233546 | Zig:26   | Killed a juggernaut
233546 | Zig:26   | Killed a juggernaut
233546 | Zig:26   | Killed a juggernaut
233546 | Zig:26   | Killed a juggernaut
233546 | Zig:26   | Killed a juggernaut
233546 | Zig:26   | Killed a juggernaut
233546 | Zig:26   | Killed a juggernaut
233547 | Zig:26   | Noticed a juggernaut
233547 | Zig:26   | Killed a juggernaut
233548 | Zig:26   | Killed a juggernaut
233548 | Zig:26   | Killed a juggernaut
233549 | Zig:26   | Noticed a juggernaut
233549 | Zig:26   | Noticed a juggernaut
233549 | Zig:26   | Noticed a juggernaut
233549 | Zig:26   | Noticed a juggernaut
233550 | Zig:26   | Noticed a juggernaut
233550 | Zig:26   | Noticed a juggernaut
233550 | Zig:26   | Noticed a juggernaut
233550 | Zig:26   | Noticed a juggernaut
233551 | Zig:26   | Noticed a juggernaut
233551 | Zig:26   | Killed a juggernaut
233552 | Zig:26   | Noticed a juggernaut
233552 | Zig:26   | Noticed a juggernaut
233553 | Zig:26   | Noticed a juggernaut
233557 | Zig:26   | Noticed a juggernaut
233559 | Zig:26   | Killed a juggernaut
233559 | Zig:26   | Killed a juggernaut
233559 | Zig:26   | Killed a juggernaut
233559 | Zig:26   | Killed a juggernaut
233559 | Zig:26   | Killed a juggernaut
233559 | Zig:26   | Killed a juggernaut
233560 | Zig:26   | Killed a juggernaut
233560 | Zig:26   | Killed a juggernaut
233560 | Zig:26   | Killed a juggernaut
233560 | Zig:26   | Killed a juggernaut
233560 | Zig:26   | Killed a juggernaut
233560 | Zig:26   | Killed a juggernaut
233560 | Zig:26   | Killed a juggernaut
233561 | Zig:26   | Noticed a juggernaut
233562 | Zig:26   | Noticed a juggernaut
233563 | Zig:26   | Killed a juggernaut
233563 | Zig:26   | Killed a juggernaut
233564 | Zig:26   | Noticed a juggernaut
233564 | Zig:26   | Noticed a juggernaut
233566 | Zig:26   | Noticed a juggernaut
233566 | Zig:26   | Noticed a juggernaut
233566 | Zig:26   | Noticed a juggernaut
233566 | Zig:26   | Killed a juggernaut
233566 | Zig:26   | Killed a juggernaut
233566 | Zig:26   | Killed a juggernaut
233569 | Zig:26   | Noticed a juggernaut
233573 | Zig:26   | Noticed a juggernaut
233573 | Zig:26   | Killed a juggernaut
233573 | Zig:26   | Killed a juggernaut
233573 | Zig:26   | Killed a juggernaut
233574 | Zig:26   | Noticed a juggernaut
233574 | Zig:26   | Noticed a juggernaut
233574 | Zig:26   | Killed a juggernaut
233575 | Zig:26   | Noticed a juggernaut
233576 | Zig:26   | Noticed a juggernaut
233576 | Zig:26   | Killed a juggernaut
233577 | Zig:26   | Noticed a juggernaut
233578 | Zig:26   | Killed a juggernaut
233578 | Zig:26   | Killed a juggernaut
233584 | Zig:26   | Killed a juggernaut
233585 | Zig:26   | Killed a juggernaut
233585 | Zig:26   | Killed a juggernaut
233626 | Zig:26   | Got a slimy lead ring
233627 | Zig:26   | Identified the ring "Goir" {rF+ Slay+5 SInv} (You found it on level 26 of a ziggurat)
233798 | Zig:27   | Entered Level 27 of a ziggurat
233903 | Zig:27   | Got a slimy bronze ring
233904 | Zig:27   | Identified the ring "Haidwiul" {rElec rN+++ AC+6 Dex-2 SInv} (You found it on level 27 of a ziggurat)
233925 | Zig:27   | Got a serpentine bronze ring
233927 | Zig:27   | Identified the ring of Red Wine {*Tele +Inv +Fly rElec Dex-2} (You found it on level 27 of a ziggurat)
233936 | Zig:27   | Got a translucent silver ring
233937 | Zig:27   | Identified the ring of the Cuttlefish {Int+2 Stlth+} (You found it on level 27 of a ziggurat)
233941 | Zig:27   | Got a sparkling granite ring
233942 | Zig:27   | Identified the ring "Vayzuek" {rElec AC+5 Dex+3} (You found it on level 27 of a ziggurat)
233967 | Zig:27   | Got a smoking glass ring
233968 | Zig:27   | Identified the ring "Fusups" {rCorr rF+ Dex+7} (You found it on level 27 of a ziggurat)
233972 | Zig:27   | Identified the Incunabulum of Augmentations
234079 | Zig:27   | Got a scintillating copper ring
234081 | Zig:27   | Identified the ring "Kuacet" {rElec MP-9 Int+2 Dex+6} (You found it on level 27 of a ziggurat)
234083 | Zig:27   | Got a brightly glowing tin ring
234085 | Zig:27   | Identified the ring of Arrival {Int+4 Dex+2 Stlth-} (You found it on level 27 of a ziggurat)
234093 | Zig:27   | Got a heavily runed pewter ring
234094 | Zig:27   | Identified the ring of Fanugon {Str+2 Stlth+} (You found it on level 27 of a ziggurat)
234103 | Zig:27   | Got a twitching steel ring
234104 | Zig:27   | Identified the ring of Inanahol {rN+ MR+ Int+4 Stlth+} (You found it on level 27 of a ziggurat)
234170 | Depths:2 | Identified the +4 helmet "Orygepn" {rElec rC- rN++ Dex+4} (You acquired it on level 2 of the Depths)
234212 | Depths:1 | Lost mutation: Your mind is acute. (Int +2) [potion of cure mutation]
234212 | Depths:1 | Lost mutation: You are agile. (Dex +2) [potion of cure mutation]
234212 | Depths:1 | Lost mutation: You have sharp fingernails. [potion of cure mutation]
234213 | Depths:1 | Gained mutation: Your spells are a little easier to cast, but a little less powerful. [potion of mutation]
234213 | Depths:1 | Gained mutation: Your flesh is cold resistant. (rC+) [potion of mutation]
234214 | Depths:1 | Lost mutation: Your flesh is cold resistant. (rC+) [potion of cure mutation]
234214 | Depths:1 | Lost mutation: Your spells are a little easier to cast, but a little less powerful. [potion of cure mutation]
234214 | Depths:1 | Lost mutation: Your muscles are strong. (Str +2) [potion of cure mutation]
234215 | Depths:1 | Gained mutation: You have large cloven feet. [potion of mutation]
234215 | Depths:1 | Gained mutation: You are weak. (Str -2) [potion of mutation]
234215 | Depths:1 | Gained mutation: Your flesh is cold resistant. (rC+) [potion of mutation]
234216 | Depths:1 | Lost mutation: You are weak. (Str -2) [potion of cure mutation]
234216 | Depths:1 | Lost mutation: Your flesh is cold resistant. (rC+) [potion of cure mutation]
234216 | Depths:1 | Lost mutation: You have large cloven feet. [potion of cure mutation]
234217 | Depths:1 | Gained mutation: You are partially covered in icy blue scales. (AC +2) [potion of mutation]
234217 | Depths:1 | Gained mutation: Your muscles are strong. (Str +2) [potion of mutation]
234217 | Depths:1 | Gained mutation: Armour fits poorly on your strangely shaped body. [potion of mutation]
234218 | Depths:1 | Lost mutation: Armour fits poorly on your strangely shaped body. [potion of cure mutation]
234218 | Depths:1 | Lost mutation: You are partially covered in icy blue scales. (AC +2) [potion of cure mutation]
234218 | Depths:1 | Lost mutation: Your muscles are strong. (Str +2) [potion of cure mutation]
234219 | Depths:1 | Gained mutation: You are frail. (-10% HP) [potion of mutation]
234219 | Depths:1 | Gained mutation: Your muscles are strong. (Str +2) [potion of mutation]
234219 | Depths:1 | Gained mutation: You are partially covered in thin metallic scales. (AC +2) [potion of mutation]
234220 | Depths:1 | Lost mutation: You are partially covered in thin metallic scales. (AC +2) [potion of cure mutation]
234220 | Depths:1 | Lost mutation: You are frail. (-10% HP) [potion of cure mutation]
234220 | Depths:1 | Lost mutation: Your muscles are strong. (Str +2) [potion of cure mutation]
234221 | Depths:1 | Gained mutation: You have large cloven feet. [potion of mutation]
234221 | Depths:1 | Gained mutation: Your spells are a little harder to cast, but a little more powerful. [potion of mutation]
234222 | Depths:1 | Lost mutation: Your spells are a little harder to cast, but a little more powerful. [potion of cure mutation]
234222 | Depths:1 | Lost mutation: You have large cloven feet. [potion of cure mutation]
234223 | Depths:1 | Gained mutation: Your mind is acute. (Int +2) [potion of mutation]
234223 | Depths:1 | Gained mutation: You occasionally shout uncontrollably at your foes. [potion of mutation]
234223 | Depths:1 | Gained mutation: You are partially covered in large bone plates. (SH +4) [potion of mutation]
234224 | Depths:1 | Lost mutation: You occasionally shout uncontrollably at your foes. [potion of cure mutation]
234224 | Depths:1 | Lost mutation: Your mind is acute. (Int +2) [potion of cure mutation]
234224 | Depths:1 | Lost mutation: You are partially covered in large bone plates. (SH +4) [potion of cure mutation]
234225 | Depths:1 | Gained mutation: You are partially covered in large bone plates. (SH +4) [potion of mutation]
234225 | Depths:1 | Gained mutation: You have a beak for a mouth. [potion of mutation]
234225 | Depths:1 | Gained mutation: Your magical capacity is low. (-10% MP) [potion of mutation]
234226 | Depths:1 | Lost mutation: Your magical capacity is low. (-10% MP) [potion of cure mutation]
234226 | Depths:1 | Lost mutation: You have a beak for a mouth. [potion of cure mutation]
234226 | Depths:1 | Lost mutation: You are partially covered in large bone plates. (SH +4) [potion of cure mutation]
234227 | Depths:1 | Gained mutation: You evolve. [potion of mutation]
234227 | Depths:1 | Gained mutation: You are robust. (+10% HP) [potion of mutation]
234227 | Depths:1 | Gained mutation: Your spells are a little harder to cast, but a little more powerful. [potion of mutation]
234228 | Depths:1 | Lost mutation: You are robust. (+10% HP) [potion of cure mutation]
234228 | Depths:1 | Lost mutation: You evolve. [potion of cure mutation]
234228 | Depths:1 | Lost mutation: Your spells are a little harder to cast, but a little more powerful. [potion of cure mutation]
234229 | Depths:1 | Gained mutation: Your spells are a little easier to cast, but a little less powerful. [potion of mutation]
234229 | Depths:1 | Gained mutation: You have a pair of small horns on your head. [potion of mutation]
234229 | Depths:1 | Gained mutation: You are clumsy. (Dex -2) [potion of mutation]
234230 | Depths:1 | Lost mutation: Your spells are a little easier to cast, but a little less powerful. [potion of cure mutation]
234230 | Depths:1 | Lost mutation: You are clumsy. (Dex -2) [potion of cure mutation]
234231 | Depths:1 | Gained mutation: Your muscles are strong. (Str +2) [potion of mutation]
234231 | Depths:1 | Lost mutation: Your muscles are strong. (Str +2) [potion of mutation]
234231 | Depths:1 | Gained mutation: Armour fits poorly on your strangely shaped body. [potion of mutation]
234232 | Depths:1 | Lost mutation: Armour fits poorly on your strangely shaped body. [potion of cure mutation]
234232 | Depths:1 | Lost mutation: You have a pair of small horns on your head. [potion of cure mutation]
234233 | Depths:1 | Gained mutation: Your muscles are strong. (Str +2) [potion of mutation]
234233 | Depths:1 | Gained mutation: You expend magic power (3 MP) to strengthen your wands. [potion of mutation]
234233 | Depths:1 | Gained mutation: You have a beak for a mouth. [potion of mutation]
234234 | Depths:1 | Lost mutation: Your muscles are strong. (Str +2) [potion of cure mutation]
234234 | Depths:1 | Lost mutation: You expend magic power (3 MP) to strengthen your wands. [potion of cure mutation]
234235 | Depths:1 | Gained mutation: You occasionally shout uncontrollably at your foes. [potion of mutation]
234235 | Depths:1 | Gained mutation: You are robust. (+10% HP) [potion of mutation]
234235 | Depths:1 | Gained mutation: You have a pair of small horns on your head. [potion of mutation]
234236 | Depths:1 | Lost mutation: You have a pair of small horns on your head. [potion of cure mutation]
234236 | Depths:1 | Lost mutation: You occasionally shout uncontrollably at your foes. [potion of cure mutation]
234236 | Depths:1 | Lost mutation: You are robust. (+10% HP) [potion of cure mutation]
234237 | Depths:1 | Gained mutation: You are partially covered in thin metallic scales. (AC +2) [potion of mutation]
234237 | Depths:1 | Gained mutation: Your magical capacity is low. (-10% MP) [potion of mutation]
234237 | Depths:1 | Gained mutation: You are partially covered in molten scales. (AC +2) [potion of mutation]
234238 | Depths:1 | Lost mutation: You have a beak for a mouth. [potion of cure mutation]
234238 | Depths:1 | Lost mutation: Your magical capacity is low. (-10% MP) [potion of cure mutation]
234238 | Depths:1 | Lost mutation: You are partially covered in thin metallic scales. (AC +2) [potion of cure mutation]
234238 | Depths:1 | Lost mutation: You are partially covered in molten scales. (AC +2) [potion of cure mutation]
234239 | Depths:1 | Gained mutation: Your flesh is heat resistant. (rF+) [potion of mutation]
234239 | Depths:1 | Gained mutation: Scrolls take you a little longer to read. [potion of mutation]
234239 | Depths:1 | Gained mutation: You are weak. (Str -2) [potion of mutation]
234240 | Depths:1 | Lost mutation: Scrolls take you a little longer to read. [potion of cure mutation]
234240 | Depths:1 | Lost mutation: You are weak. (Str -2) [potion of cure mutation]
234240 | Depths:1 | Lost mutation: Your flesh is heat resistant. (rF+) [potion of cure mutation]
234241 | Depths:1 | Gained mutation: You are clumsy. (Dex -2) [potion of mutation]
234241 | Depths:1 | Gained mutation: Your muscles are strong. (Str +2) [potion of mutation]
234241 | Depths:1 | Gained mutation: You are somewhat resistant to further mutation. [potion of mutation]
234242 | Depths:1 | Lost mutation: You are somewhat resistant to further mutation. [potion of cure mutation]
234242 | Depths:1 | Lost mutation: Your muscles are strong. (Str +2) [potion of cure mutation]
234242 | Depths:1 | Lost mutation: You are clumsy. (Dex -2) [potion of cure mutation]
234243 | Depths:1 | Gained mutation: You are agile. (Dex +2) [potion of mutation]
234243 | Depths:1 | Gained mutation: You have supernaturally acute eyesight. (SInv) [potion of mutation]
234243 | Depths:1 | Gained mutation: You are dopey. (Int -2) [potion of mutation]
234244 | Depths:1 | Lost mutation: You are dopey. (Int -2) [potion of cure mutation]
234244 | Depths:1 | Lost mutation: You have supernaturally acute eyesight. (SInv) [potion of cure mutation]
234244 | Depths:1 | Lost mutation: You are agile. (Dex +2) [potion of cure mutation]
234245 | Depths:1 | Gained mutation: You are weak. (Str -2) [potion of mutation]
234245 | Depths:1 | Gained mutation: You occasionally shout uncontrollably at your foes. [potion of mutation]
234245 | Depths:1 | Gained mutation: You have a somewhat thin skeletal structure. (Dex +2, Stealth) [potion of mutation]
234246 | Depths:1 | Lost mutation: You have a somewhat thin skeletal structure. (Dex +2, Stealth) [potion of cure mutation]
234246 | Depths:1 | Lost mutation: You are weak. (Str -2) [potion of cure mutation]
234246 | Depths:1 | Lost mutation: You occasionally shout uncontrollably at your foes. [potion of cure mutation]
234247 | Depths:1 | Gained mutation: Armour fits poorly on your strangely shaped body. [potion of mutation]
234247 | Depths:1 | Gained mutation: You possess an exceptional clarity of mind. [potion of mutation]
234247 | Depths:1 | Lost mutation: Armour fits poorly on your strangely shaped body. [potion of mutation]
234248 | Depths:1 | Lost mutation: You possess an exceptional clarity of mind. [potion of cure mutation]
234249 | Depths:1 | Gained mutation: You are somewhat resistant to further mutation. [potion of mutation]
234249 | Depths:1 | Gained mutation: Your spells are a little harder to cast, but a little more powerful. [potion of mutation]
234250 | Depths:1 | Lost mutation: You are somewhat resistant to further mutation. [potion of cure mutation]
234250 | Depths:1 | Lost mutation: Your spells are a little harder to cast, but a little more powerful. [potion of cure mutation]
234251 | Depths:1 | Gained mutation: Armour fits poorly on your strangely shaped body. [potion of mutation]
234251 | Depths:1 | Gained mutation: You tend to lose your temper in combat. [potion of mutation]
234251 | Depths:1 | Gained mutation: You have a pair of small horns on your head. [potion of mutation]
234252 | Depths:1 | Lost mutation: Armour fits poorly on your strangely shaped body. [potion of cure mutation]
234252 | Depths:1 | Lost mutation: You tend to lose your temper in combat. [potion of cure mutation]
234283 | Zig:1    | Entered Level 1 of a ziggurat
234334 | Zig:2    | Entered Level 2 of a ziggurat
234421 | Zig:3    | Entered Level 3 of a ziggurat
234558 | Zig:4    | Entered Level 4 of a ziggurat
234558 | Zig:4    | Noticed an ancient lich
234558 | Zig:4    | Noticed an ancient lich
234558 | Zig:4    | Noticed an ancient lich
234558 | Zig:4    | Noticed an ancient lich
234564 | Zig:4    | Killed an ancient lich
234564 | Zig:4    | Killed an ancient lich
234566 | Zig:4    | Noticed an ancient lich
234568 | Zig:4    | Noticed an ancient lich
234568 | Zig:4    | Noticed an ancient lich
234568 | Zig:4    | Killed an ancient lich
234573 | Zig:4    | Noticed an ancient lich
234577 | Zig:4    | Killed an ancient lich
234578 | Zig:4    | Killed an ancient lich
234579 | Zig:4    | Killed an ancient lich
234579 | Zig:4    | Killed an ancient lich
234580 | Zig:4    | Killed an ancient lich
234655 | Zig:5    | Entered Level 5 of a ziggurat
234655 | Zig:5    | Noticed a juggernaut
234658 | Zig:5    | Noticed a juggernaut
234659 | Zig:5    | Noticed a juggernaut
234662 | Zig:5    | Noticed a juggernaut
234668 | Zig:5    | Killed a juggernaut
234669 | Zig:5    | Killed a juggernaut
234669 | Zig:5    | Killed a juggernaut
234671 | Zig:5    | Killed a juggernaut
234694 | Zig:5    | Got a clouded silver ring
234696 | Zig:5    | Identified the ring of Huodgh {Ice rN++ Dex+4 Slay-2} (You found it on level 5 of a ziggurat)
234702 | Zig:5    | Got a crude marble ring
234703 | Zig:5    | Identified the ring of Cauqups {MR+ Stlth+} (You found it on level 5 of a ziggurat)
234754 | Zig:6    | Entered Level 6 of a ziggurat
234861 | Zig:7    | Entered Level 7 of a ziggurat
234974 | Zig:8    | Entered Level 8 of a ziggurat
235081 | Zig:8    | Got a sparkling bronze ring
235083 | Zig:8    | Identified the ring "Xuinkel" {rC- rN+ MR+++ Int+4 Slay-3} (You found it on level 8 of a ziggurat)
235128 | Zig:9    | Entered Level 9 of a ziggurat
235256 | Zig:10   | Entered Level 10 of a ziggurat
235256 | Zig:10   | Noticed a greater mummy
235256 | Zig:10   | Noticed a greater mummy
235256 | Zig:10   | Noticed a greater mummy
235256 | Zig:10   | Noticed a greater mummy
235256 | Zig:10   | Noticed a greater mummy
235256 | Zig:10   | Noticed a greater mummy
235256 | Zig:10   | Noticed a greater mummy
235256 | Zig:10   | Noticed a greater mummy
235259 | Zig:10   | Killed a greater mummy
235260 | Zig:10   | Killed a greater mummy
235261 | Zig:10   | Killed a greater mummy
235261 | Zig:10   | Killed a greater mummy
235261 | Zig:10   | Killed a greater mummy
235262 | Zig:10   | Killed a greater mummy
235263 | Zig:10   | Killed a greater mummy
235263 | Zig:10   | Killed a greater mummy
235267 | Zig:10   | Noticed a greater mummy
235276 | Zig:10   | Killed a greater mummy
235281 | Zig:10   | Noticed a greater mummy
235281 | Zig:10   | Noticed a greater mummy
235286 | Zig:10   | Killed a greater mummy
235287 | Zig:10   | Killed a greater mummy
235289 | Zig:10   | Killed a greater mummy
235293 | Zig:10   | Noticed a greater mummy
235294 | Zig:10   | Killed a greater mummy
235367 | Zig:11   | Entered Level 11 of a ziggurat
235401 | Zig:11   | Got a smoking bone ring
235403 | Zig:11   | Identified the ring of Huzeocut {rPois MR+} (You found it on level 11 of a ziggurat)
235429 | Zig:11   | Got a bound lapis lazuli ring
235430 | Zig:11   | Identified the ring "Rochoe" {rElec Dex+2 SInv Stlth-} (You found it on level 11 of a ziggurat)
235507 | Zig:11   | Got a twitching glass ring
235508 | Zig:11   | Identified the ring of Fun {-Tele rF+ EV+5 Dex+4} (You found it on level 11 of a ziggurat)
235540 | Zig:12   | Entered Level 12 of a ziggurat
235540 | Zig:12   | Noticed an ancient lich
235540 | Zig:12   | Noticed an ancient lich
235540 | Zig:12   | Noticed an ancient lich
235540 | Zig:12   | Noticed an ancient lich
235540 | Zig:12   | Noticed an ancient lich
235540 | Zig:12   | Noticed an ancient lich
235540 | Zig:12   | Noticed an ancient lich
235540 | Zig:12   | Noticed an ancient lich
235540 | Zig:12   | Noticed an ancient lich
235546 | Zig:12   | Killed an ancient lich
235546 | Zig:12   | Killed an ancient lich
235546 | Zig:12   | Killed an ancient lich
235548 | Zig:12   | Noticed an ancient lich
235548 | Zig:12   | Killed an ancient lich
235548 | Zig:12   | Killed an ancient lich
235548 | Zig:12   | Killed an ancient lich
235548 | Zig:12   | Killed an ancient lich
235549 | Zig:12   | Noticed an ancient lich
235549 | Zig:12   | Noticed an ancient lich
235549 | Zig:12   | Noticed an ancient lich
235549 | Zig:12   | Noticed an ancient lich
235549 | Zig:12   | Noticed an ancient lich
235549 | Zig:12   | Noticed an ancient lich
235549 | Zig:12   | Killed an ancient lich
235549 | Zig:12   | Killed an ancient lich
235550 | Zig:12   | Noticed an ancient lich
235550 | Zig:12   | Noticed an ancient lich
235555 | Zig:12   | Noticed an ancient lich
235559 | Zig:12   | Killed an ancient lich
235560 | Zig:12   | Noticed an ancient lich
235560 | Zig:12   | Noticed an ancient lich
235560 | Zig:12   | Noticed an ancient lich
235560 | Zig:12   | Killed an ancient lich
235560 | Zig:12   | Killed an ancient lich
235560 | Zig:12   | Killed an ancient lich
235561 | Zig:12   | Killed an ancient lich
235562 | Zig:12   | Killed an ancient lich
235562 | Zig:12   | Killed an ancient lich
235562 | Zig:12   | Killed an ancient lich
235563 | Zig:12   | Noticed an ancient lich
235563 | Zig:12   | Noticed an ancient lich
235563 | Zig:12   | Noticed an ancient lich
235563 | Zig:12   | Noticed an ancient lich
235563 | Zig:12   | Killed an ancient lich
235563 | Zig:12   | Killed an ancient lich
235563 | Zig:12   | Killed an ancient lich
235563 | Zig:12   | Killed an ancient lich
235563 | Zig:12   | Killed an ancient lich
235563 | Zig:12   | Killed an ancient lich
235564 | Zig:12   | Noticed an ancient lich
235564 | Zig:12   | Noticed an ancient lich
235565 | Zig:12   | Noticed an ancient lich
235566 | Zig:12   | Noticed an ancient lich
235568 | Zig:12   | Killed an ancient lich
235571 | Zig:12   | Noticed an ancient lich
235571 | Zig:12   | Noticed an ancient lich
235571 | Zig:12   | Killed an ancient lich
235572 | Zig:12   | Killed an ancient lich
235572 | Zig:12   | Killed an ancient lich
235573 | Zig:12   | Killed an ancient lich
235573 | Zig:12   | Killed an ancient lich
235574 | Zig:12   | Killed an ancient lich
235575 | Zig:12   | Killed an ancient lich
235576 | Zig:12   | Killed an ancient lich
235677 | Zig:12   | Got a fine granite ring
235679 | Zig:12   | Identified the ring of Ufehet {*Drain rPois rF+ Str+4 Slay+2} (You found it on level 12 of a ziggurat)
235703 | Zig:12   | Got a wavering silver amulet
235704 | Zig:12   | Identified the amulet "Ujocze" {Spirit +Blink Stlth+} (You found it on level 12 of a ziggurat)
235735 | Zig:13   | Entered Level 13 of a ziggurat
235923 | Zig:14   | Entered Level 14 of a ziggurat
236127 | Zig:15   | Entered Level 15 of a ziggurat
236128 | Zig:15   | Paralysed by accursed screaming for 2 turns
236238 | Zig:15   | Got a vibrating silver ring
236240 | Zig:15   | Identified the ring "Leosedat" {Str+2 Dex+3} (You found it on level 15 of a ziggurat)
236251 | Zig:15   | Got a crude wooden ring
236252 | Zig:15   | Identified the ring of Faifuuqe {rElec rPois Int-2 SInv} (You found it on level 15 of a ziggurat)
236334 | Zig:16   | Entered Level 16 of a ziggurat
236334 | Zig:16   | Noticed an ancient lich
236337 | Zig:16   | Killed an ancient lich
236461 | Zig:16   | Got a translucent bone amulet
236462 | Zig:16   | Identified the amulet of Abstinence {Inacc +Inv rPois Str+5 Stlth-} (You found it on level 16 of a ziggurat)
236473 | Zig:16   | Got a clouded ivory ring
236475 | Zig:16   | Identified the ring of Hegoissi {rCorr *Contam +Blink Int+4} (You found it on level 16 of a ziggurat)
236721 | Zig:17   | Entered Level 17 of a ziggurat
236869 | Zig:18   | Entered Level 18 of a ziggurat
236906 | Zig:18   | Identified the cursed -6 pair of boots of Iritt {*Corrode rPois Dex+8} (You found it on level 18 of a ziggurat)
236949 | Zig:18   | Got a heavily runed jade amulet
236950 | Zig:18   | Identified the amulet "Koorav" {Reflect +Blink rN+ Dex+3 SH+6} (You found it on level 18 of a ziggurat)
236952 | Zig:18   | Got a smoking platinum ring
236954 | Zig:18   | Identified the ring of the Sturgeon {*Drain MR+ Int+4} (You found it on level 18 of a ziggurat)
237115 | Zig:19   | Entered Level 19 of a ziggurat
237188 | Zig:19   | Identified the cursed +0 helmet "Meiciluc" {Str+4} (You found it on level 19 of a ziggurat)
237190 | Zig:19   | Lost mutation: You have a pair of small horns on your head. [potion of cure mutation]
237372 | Zig:20   | Entered Level 20 of a ziggurat
237429 | Zig:20   | Got a fine platinum ring
237431 | Zig:20   | Identified the ring of Zin's Regard {rElec rF+ Int+2 Dex+3} (You found it on level 20 of a ziggurat)
237463 | Zig:20   | Identified A Beginning Course on Hermeneutics
237467 | Zig:20   | Got a fine lapis lazuli ring
237469 | Zig:20   | Identified the ring of Oshifugi {Wiz rPois rC+ MR- SInv} (You found it on level 20 of a ziggurat)
237483 | Zig:20   | Identified Sif Muna's Papyrus of Slavery and Ignition
237622 | Zig:20   | Identified the Reference Book on Calling
237636 | Zig:21   | Entered Level 21 of a ziggurat
237636 | Zig:21   | Noticed a juggernaut
237638 | Zig:21   | Noticed a juggernaut
237639 | Zig:21   | Noticed a juggernaut
237639 | Zig:21   | Noticed a juggernaut
237640 | Zig:21   | Noticed a juggernaut
237643 | Zig:21   | Killed a juggernaut
237644 | Zig:21   | Noticed a juggernaut
237644 | Zig:21   | Noticed a juggernaut
237644 | Zig:21   | Killed a juggernaut
237644 | Zig:21   | Killed a juggernaut
237644 | Zig:21   | Killed a juggernaut
237645 | Zig:21   | Noticed a juggernaut
237645 | Zig:21   | Noticed a juggernaut
237645 | Zig:21   | Noticed a juggernaut
237645 | Zig:21   | Noticed a juggernaut
237645 | Zig:21   | Noticed a juggernaut
237645 | Zig:21   | Noticed a juggernaut
237645 | Zig:21   | Killed a juggernaut
237646 | Zig:21   | Noticed a juggernaut
237646 | Zig:21   | Noticed a juggernaut
237646 | Zig:21   | Noticed a juggernaut
237646 | Zig:21   | Noticed a juggernaut
237646 | Zig:21   | Noticed a juggernaut
237648 | Zig:21   | Noticed a juggernaut
237649 | Zig:21   | Noticed a juggernaut
237651 | Zig:21   | Killed a juggernaut
237652 | Zig:21   | Killed a juggernaut
237652 | Zig:21   | Killed a juggernaut
237652 | Zig:21   | Killed a juggernaut
237652 | Zig:21   | Killed a juggernaut
237652 | Zig:21   | Killed a juggernaut
237652 | Zig:21   | Killed a juggernaut
237652 | Zig:21   | Killed a juggernaut
237652 | Zig:21   | Killed a juggernaut
237652 | Zig:21   | Killed a juggernaut
237653 | Zig:21   | Killed a juggernaut
237653 | Zig:21   | Killed a juggernaut
237653 | Zig:21   | Killed a juggernaut
237653 | Zig:21   | Killed a juggernaut
237654 | Zig:21   | Noticed a juggernaut
237654 | Zig:21   | Noticed a juggernaut
237654 | Zig:21   | Noticed a juggernaut
237654 | Zig:21   | Noticed a juggernaut
237654 | Zig:21   | Noticed a juggernaut
237654 | Zig:21   | Killed a juggernaut
237655 | Zig:21   | Noticed a juggernaut
237655 | Zig:21   | Noticed a juggernaut
237655 | Zig:21   | Noticed a juggernaut
237655 | Zig:21   | Noticed a juggernaut
237656 | Zig:21   | Noticed a juggernaut
237657 | Zig:21   | Noticed a juggernaut
237658 | Zig:21   | Noticed a juggernaut
237658 | Zig:21   | Noticed a juggernaut
237658 | Zig:21   | Noticed a juggernaut
237658 | Zig:21   | Noticed a juggernaut
237658 | Zig:21   | Noticed a juggernaut
237659 | Zig:21   | Noticed a juggernaut
237660 | Zig:21   | Noticed a juggernaut
237660 | Zig:21   | Noticed a juggernaut
237662 | Zig:21   | Noticed a juggernaut
237664 | Zig:21   | Killed a juggernaut
237665 | Zig:21   | Killed a juggernaut
237665 | Zig:21   | Killed a juggernaut
237665 | Zig:21   | Killed a juggernaut
237665 | Zig:21   | Killed a juggernaut
237665 | Zig:21   | Killed a juggernaut
237665 | Zig:21   | Killed a juggernaut
237665 | Zig:21   | Killed a juggernaut
237665 | Zig:21   | Killed a juggernaut
237665 | Zig:21   | Killed a juggernaut
237665 | Zig:21   | Killed a juggernaut
237665 | Zig:21   | Killed a juggernaut
237665 | Zig:21   | Killed a juggernaut
237665 | Zig:21   | Killed a juggernaut
237666 | Zig:21   | Killed a juggernaut
237666 | Zig:21   | Killed a juggernaut
237666 | Zig:21   | Killed a juggernaut
237666 | Zig:21   | Killed a juggernaut
237666 | Zig:21   | Killed a juggernaut
237667 | Zig:21   | Noticed a juggernaut
237667 | Zig:21   | Noticed a juggernaut
237667 | Zig:21   | Noticed a juggernaut
237667 | Zig:21   | Killed a juggernaut
237668 | Zig:21   | Noticed a juggernaut
237670 | Zig:21   | Killed a juggernaut
237677 | Zig:21   | Killed a juggernaut
237677 | Zig:21   | Killed a juggernaut
237678 | Zig:21   | Killed a juggernaut
237689 | Zig:21   | Identified Kyhitzi's Catalogue of Icy Attacks
237730 | Zig:21   | Got a shimmering brass ring
237731 | Zig:21   | Identified the ring "Qitebb" {+Fly rElec rF+ Str-2 SInv} (You found it on level 21 of a ziggurat)
237745 | Zig:21   | Got a crude ivory ring
237746 | Zig:21   | Identified the ring "Woasheu" {+Fly rN+ MR+} (You found it on level 21 of a ziggurat)
237786 | Zig:21   | Got a translucent granite ring
237787 | Zig:21   | Identified the ring of Amorality {rElec MR+ MP-9 Int+7 Slay-5} (You found it on level 21 of a ziggurat)
237910 | Zig:21   | Identified the +1 cloak of Liberalism {rElec} (You found it on level 21 of a ziggurat)
237921 | Zig:21   | Identified the +2 pair of boots "Eqih" {rC+ Str+4 Stlth+} (You found it on level 21 of a ziggurat)
237958 | Zig:22   | Entered Level 22 of a ziggurat
238096 | Zig:22   | Got a scorched wooden ring
238097 | Zig:22   | Identified the ring "Corasiewigo" {rF+ Int+4} (You found it on level 22 of a ziggurat)
238236 | Zig:23   | Entered Level 23 of a ziggurat
238319 | Zig:23   | Identified the +0 helmet of the Sailor {MR+} (You found it on level 23 of a ziggurat)
238339 | Zig:23   | Got an ancient bone ring
238341 | Zig:23   | Identified the ring of Conformity {*Tele Int+2} (You found it on level 23 of a ziggurat)
238414 | Zig:23   | Got a brightly glowing silver ring
238415 | Zig:23   | Identified the ring of Xush {MR- AC+1 Str+4 Stlth+} (You found it on level 23 of a ziggurat)
238420 | Zig:23   | Got a warped lead ring
238421 | Zig:23   | Identified the ring of the Prince of Darkness {rF+ rN+ Str+3 Slay+2 Stlth+} (You found it on level 23 of a ziggurat)
238430 | Zig:23   | Got a wavering lapis lazuli ring
238432 | Zig:23   | Identified the ring of Insomnia {Fire Dex+3 SInv} (You found it on level 23 of a ziggurat)
238588 | Zig:24   | Entered Level 24 of a ziggurat
238588 | Zig:24   | Noticed Kuila the pandemonium lord
238588 | Zig:24   | Noticed Efuack the pandemonium lord
238588 | Zig:24   | Noticed Rogh the pandemonium lord
238588 | Zig:24   | Noticed Foasesi the pandemonium lord
238588 | Zig:24   | Noticed Exzosiopi the pandemonium lord
238588 | Zig:24   | Noticed Xucocung the pandemonium lord
238588 | Zig:24   | Noticed Afraim the pandemonium lord
238588 | Zig:24   | Noticed Diehuoh the pandemonium lord
238588 | Zig:24   | Noticed Xiyfuj the pandemonium lord
238588 | Zig:24   | Noticed Zyninos the pandemonium lord
238588 | Zig:24   | Noticed Wevvimuo the pandemonium lord
238588 | Zig:24   | Noticed Avvyurcho the pandemonium lord
238588 | Zig:24   | Noticed Anysat the pandemonium lord
238588 | Zig:24   | Noticed Ewnou the pandemonium lord
238588 | Zig:24   | Noticed Ekhlium the pandemonium lord
238588 | Zig:24   | Noticed Meadikul the pandemonium lord
238588 | Zig:24   | Noticed Cetwal the pandemonium lord
238588 | Zig:24   | Noticed Joock the pandemonium lord
238588 | Zig:24   | Noticed Fufeuc the pandemonium lord
238588 | Zig:24   | Noticed Bayhiame the pandemonium lord
238588 | Zig:24   | Noticed Xefetall the pandemonium lord
238588 | Zig:24   | Noticed Teaq the pandemonium lord
238588 | Zig:24   | Noticed Gawa the pandemonium lord
238590 | Zig:24   | Noticed Malari the pandemonium lord
238591 | Zig:24   | Noticed Cishrot the pandemonium lord
238592 | Zig:24   | Killed Cishrot the pandemonium lord
238593 | Zig:24   | Paralysed by you for 7 turns
238595 | Zig:24   | Noticed Mudid the pandemonium lord
238595 | Zig:24   | Noticed Ihonuedu the pandemonium lord
238595 | Zig:24   | Killed Xefetall the pandemonium lord
238595 | Zig:24   | Killed Joock the pandemonium lord
238595 | Zig:24   | Killed Teaq the pandemonium lord
238596 | Zig:24   | Noticed Natonn the pandemonium lord
238596 | Zig:24   | Noticed Irgho the pandemonium lord
238596 | Zig:24   | Noticed Limyajih the pandemonium lord
238596 | Zig:24   | Noticed Lut Woni the pandemonium lord
238596 | Zig:24   | Noticed Gempod the pandemonium lord
238596 | Zig:24   | Noticed Hafaofis the pandemonium lord
238596 | Zig:24   | Noticed Litwep the pandemonium lord
238596 | Zig:24   | Noticed Xycuobaz the pandemonium lord
238596 | Zig:24   | Noticed Qiath the pandemonium lord
238596 | Zig:24   | Noticed Anwesam the pandemonium lord
238596 | Zig:24   | Noticed Vabux the pandemonium lord
238596 | Zig:24   | Noticed Fuad the pandemonium lord
238596 | Zig:24   | Noticed Heomox the pandemonium lord
238597 | Zig:24   | Noticed Ryozenupn the pandemonium lord
238598 | Zig:24   | Noticed Vudd the pandemonium lord
238598 | Zig:24   | Noticed Qocumot the pandemonium lord
238598 | Zig:24   | Noticed Kirph the pandemonium lord
238598 | Zig:24   | Noticed Vuafenui the pandemonium lord
238598 | Zig:24   | Noticed Vulynus the pandemonium lord
238598 | Zig:24   | Noticed Derhue the pandemonium lord
238598 | Zig:24   | Noticed Kopan the pandemonium lord
238598 | Zig:24   | Noticed Afis the pandemonium lord
238598 | Zig:24   | Noticed Senoar the pandemonium lord
238598 | Zig:24   | Noticed Ecvaopt the pandemonium lord
238598 | Zig:24   | Noticed Kewog the pandemonium lord
238598 | Zig:24   | Noticed Xonuc the pandemonium lord
238598 | Zig:24   | Noticed Samiguoh the pandemonium lord
238598 | Zig:24   | Noticed Keacesk the pandemonium lord
238599 | Zig:24   | Noticed Botugoel the pandemonium lord
238599 | Zig:24   | Noticed Hinef the pandemonium lord
238605 | Zig:24   | Noticed Piemyip the pandemonium lord
238605 | Zig:24   | Killed Qiath the pandemonium lord
238606 | Zig:24   | Killed Avvyurcho the pandemonium lord
238608 | Zig:24   | Killed Xycuobaz the pandemonium lord
238610 | Zig:24   | Killed Vudd the pandemonium lord
238610 | Zig:24   | Killed Zyninos the pandemonium lord
238610 | Zig:24   | Killed Heomox the pandemonium lord
238610 | Zig:24   | Killed Ecvaopt the pandemonium lord
238611 | Zig:24   | Noticed Gonaebum the pandemonium lord
238611 | Zig:24   | Noticed Gecseifu the pandemonium lord
238611 | Zig:24   | Killed Vuafenui the pandemonium lord
238611 | Zig:24   | Killed Exzosiopi the pandemonium lord
238611 | Zig:24   | Killed Qocumot the pandemonium lord
238612 | Zig:24   | Noticed Yclipp the pandemonium lord
238612 | Zig:24   | Killed Limyajih the pandemonium lord
238614 | Zig:24   | Noticed Cituplu the pandemonium lord
238614 | Zig:24   | Noticed Gizih the pandemonium lord
238614 | Zig:24   | Noticed Lyalommo the pandemonium lord
238615 | Zig:24   | Noticed Saolewadu the pandemonium lord
238615 | Zig:24   | Noticed Uvalicokh the pandemonium lord
238618 | Zig:24   | Noticed Romef the pandemonium lord
238618 | Zig:24   | Noticed Fissarr the pandemonium lord
238618 | Zig:24   | Noticed Migeatwo the pandemonium lord
238618 | Zig:24   | Noticed Luleany the pandemonium lord
238618 | Zig:24   | Noticed Funegih the pandemonium lord
238618 | Zig:24   | Noticed Ubec the pandemonium lord
238619 | Zig:24   | Noticed Roegh the pandemonium lord
238619 | Zig:24   | Killed Natonn the pandemonium lord
238619 | Zig:24   | Killed Botugoel the pandemonium lord
238619 | Zig:24   | Killed Bayhiame the pandemonium lord
238619 | Zig:24   | Killed Gawa the pandemonium lord
238619 | Zig:24   | Killed Irgho the pandemonium lord
238619 | Zig:24   | Killed Foasesi the pandemonium lord
238619 | Zig:24   | Killed Vulynus the pandemonium lord
238619 | Zig:24   | Killed Meadikul the pandemonium lord
238620 | Zig:24   | Noticed Fymev the pandemonium lord
238620 | Zig:24   | Noticed Motoiv the pandemonium lord
238620 | Zig:24   | Noticed Inwiruenne the pandemonium lord
238620 | Zig:24   | Noticed Menuwk the pandemonium lord
238620 | Zig:24   | Noticed Nitod the pandemonium lord
238620 | Zig:24   | Noticed Hiumeid the pandemonium lord
238620 | Zig:24   | Noticed Ifaomism the pandemonium lord
238620 | Zig:24   | Noticed Agacowus the pandemonium lord
238621 | Zig:24   | Noticed Catzep the pandemonium lord
238621 | Zig:24   | Noticed Jume the pandemonium lord
238621 | Zig:24   | Noticed Wuts the pandemonium lord
238621 | Zig:24   | Noticed Obaujer the pandemonium lord
238626 | Zig:24   | Noticed Esaronat the pandemonium lord
238626 | Zig:24   | Killed Xiyfuj the pandemonium lord
238629 | Zig:24   | Killed Ihonuedu the pandemonium lord
238629 | Zig:24   | Killed Ryozenupn the pandemonium lord
238629 | Zig:24   | Killed Diehuoh the pandemonium lord
238631 | Zig:24   | Noticed Saff the pandemonium lord
238631 | Zig:24   | Killed Vabux the pandemonium lord
238631 | Zig:24   | Killed Cetwal the pandemonium lord
238631 | Zig:24   | Killed Kewog the pandemonium lord
238632 | Zig:24   | Noticed Wimodwob the pandemonium lord
238632 | Zig:24   | Killed Ewnou the pandemonium lord
238632 | Zig:24   | Killed Ekhlium the pandemonium lord
238633 | Zig:24   | Killed Hafaofis the pandemonium lord
238633 | Zig:24   | Killed Kopan the pandemonium lord
238634 | Zig:24   | Noticed Vixteakkafau the pandemonium lord
238634 | Zig:24   | Noticed Meat the pandemonium lord
238634 | Zig:24   | Killed Efuack the pandemonium lord
238634 | Zig:24   | Killed Piemyip the pandemonium lord
238635 | Zig:24   | Killed Kirph the pandemonium lord
238635 | Zig:24   | Killed Meat the pandemonium lord
238635 | Zig:24   | Killed Saolewadu the pandemonium lord
238635 | Zig:24   | Killed Keacesk the pandemonium lord
238635 | Zig:24   | Killed Rogh the pandemonium lord
238635 | Zig:24   | Killed Senoar the pandemonium lord
238635 | Zig:24   | Noticed Geidull the pandemonium lord
238636 | Zig:24   | Noticed Roorofou the pandemonium lord
238636 | Zig:24   | Noticed Zotenkoc the pandemonium lord
238636 | Zig:24   | Noticed Golan the pandemonium lord
238636 | Zig:24   | Noticed Misaihaf the pandemonium lord
238636 | Zig:24   | Noticed Ockodaug the pandemonium lord
238636 | Zig:24   | Noticed Deunly the pandemonium lord
238636 | Zig:24   | Noticed Fuemnedi the pandemonium lord
238636 | Zig:24   | Noticed Suhotz the pandemonium lord
238636 | Zig:24   | Noticed Koupik the pandemonium lord
238636 | Zig:24   | Noticed Koqom the pandemonium lord
238636 | Zig:24   | Noticed Geganare the pandemonium lord
238636 | Zig:24   | Noticed Kabog Ich the pandemonium lord
238636 | Zig:24   | Noticed Baam the pandemonium lord
238636 | Zig:24   | Noticed Uhapled the pandemonium lord
238636 | Zig:24   | Noticed Vuzub the pandemonium lord
238638 | Zig:24   | Noticed Wibb the pandemonium lord
238638 | Zig:24   | Noticed Vano the pandemonium lord
238639 | Zig:24   | Noticed Woludurr the pandemonium lord
238641 | Zig:24   | Noticed Aluvem the pandemonium lord
238641 | Zig:24   | Noticed Inicoyn the pandemonium lord
238643 | Zig:24   | Noticed Giedel the pandemonium lord
238648 | Zig:24   | Killed Ifaomism the pandemonium lord
238648 | Zig:24   | Killed Vuzub the pandemonium lord
238652 | Zig:24   | Killed Ockodaug the pandemonium lord
238652 | Zig:24   | Killed Kabog Ich the pandemonium lord
238652 | Zig:24   | Killed Baam the pandemonium lord
238653 | Zig:24   | Noticed Biochim the pandemonium lord
238653 | Zig:24   | Noticed Kiygga the pandemonium lord
238653 | Zig:24   | Noticed Woudef the pandemonium lord
238653 | Zig:24   | Noticed Alur the pandemonium lord
238653 | Zig:24   | Noticed Veumivok the pandemonium lord
238653 | Zig:24   | Noticed Kogeupn the pandemonium lord
238653 | Zig:24   | Noticed Riocw the pandemonium lord
238653 | Zig:24   | Noticed Zagyups the pandemonium lord
238653 | Zig:24   | Noticed Bethriesk the pandemonium lord
238653 | Zig:24   | Noticed Asyighib the pandemonium lord
238653 | Zig:24   | Noticed Ceovuv the pandemonium lord
238653 | Zig:24   | Noticed Fink the pandemonium lord
238653 | Zig:24   | Noticed Caiky the pandemonium lord
238653 | Zig:24   | Noticed Biehueta the pandemonium lord
238653 | Zig:24   | Noticed Icah the pandemonium lord
238653 | Zig:24   | Noticed Ufaut the pandemonium lord
238653 | Zig:24   | Noticed Qiobleqe the pandemonium lord
238653 | Zig:24   | Noticed Nigutsanli the pandemonium lord
238653 | Zig:24   | Noticed Ixzuovir the pandemonium lord
238653 | Zig:24   | Noticed Gumnuod the pandemonium lord
238653 | Zig:24   | Noticed Qatoseqi the pandemonium lord
238653 | Zig:24   | Noticed Jevowk the pandemonium lord
238653 | Zig:24   | Noticed Ixiexzets the pandemonium lord
238653 | Zig:24   | Noticed Lammanoo the pandemonium lord
238653 | Zig:24   | Noticed Fish the pandemonium lord
238653 | Zig:24   | Noticed Jidafom the pandemonium lord
238654 | Zig:24   | Noticed Hihoub the pandemonium lord
238654 | Zig:24   | Killed Samiguoh the pandemonium lord
238655 | Zig:24   | Noticed Jase the pandemonium lord
238655 | Zig:24   | Noticed Banlu the pandemonium lord
238655 | Zig:24   | Killed Anysat the pandemonium lord
238655 | Zig:24   | Killed Wevvimuo the pandemonium lord
238655 | Zig:24   | Killed Nitod the pandemonium lord
238655 | Zig:24   | Killed Motoiv the pandemonium lord
238656 | Zig:24   | Noticed Igey the pandemonium lord
238656 | Zig:24   | Noticed Hoipt the pandemonium lord
238656 | Zig:24   | Killed Xucocung the pandemonium lord
238656 | Zig:24   | Killed Xonuc the pandemonium lord
238656 | Zig:24   | Killed Gempod the pandemonium lord
238657 | Zig:24   | Killed Mudid the pandemonium lord
238657 | Zig:24   | Killed Fink the pandemonium lord
238657 | Zig:24   | Killed Esaronat the pandemonium lord
238658 | Zig:24   | Killed Afis the pandemonium lord
238658 | Zig:24   | Killed Afraim the pandemonium lord
238658 | Zig:24   | Killed Nigutsanli the pandemonium lord
238658 | Zig:24   | Killed Anwesam the pandemonium lord
238658 | Zig:24   | Killed Hinef the pandemonium lord
238658 | Zig:24   | Killed Migeatwo the pandemonium lord
238658 | Zig:24   | Killed Ubec the pandemonium lord
238658 | Zig:24   | Killed Kiygga the pandemonium lord
238659 | Zig:24   | Noticed Cisyerir the pandemonium lord
238659 | Zig:24   | Noticed Rocij the pandemonium lord
238659 | Zig:24   | Killed Cituplu the pandemonium lord
238659 | Zig:24   | Killed Kogeupn the pandemonium lord
238659 | Zig:24   | Killed Gonaebum the pandemonium lord
238659 | Zig:24   | Killed Fymev the pandemonium lord
238659 | Zig:24   | Killed Litwep the pandemonium lord
238659 | Zig:24   | Killed Jidafom the pandemonium lord
238660 | Zig:24   | Noticed Ruof the pandemonium lord
238660 | Zig:24   | Noticed Guas the pandemonium lord
238660 | Zig:24   | Noticed Hokiokk the pandemonium lord
238660 | Zig:24   | Noticed Ciyhi the pandemonium lord
238660 | Zig:24   | Killed Banlu the pandemonium lord
238660 | Zig:24   | Killed Gecseifu the pandemonium lord
238660 | Zig:24   | Killed Woudef the pandemonium lord
238660 | Zig:24   | Killed Icah the pandemonium lord
238660 | Zig:24   | Killed Gumnuod the pandemonium lord
238660 | Zig:24   | Killed Gizih the pandemonium lord
238660 | Zig:24   | Killed Caiky the pandemonium lord
238660 | Zig:24   | Killed Zagyups the pandemonium lord
238660 | Zig:24   | Killed Lyalommo the pandemonium lord
238660 | Zig:24   | Killed Kuila the pandemonium lord
238660 | Zig:24   | Killed Fuad the pandemonium lord
238661 | Zig:24   | Noticed Lyes Zao the pandemonium lord
238661 | Zig:24   | Killed Derhue the pandemonium lord
238661 | Zig:24   | Killed Luleany the pandemonium lord
238661 | Zig:24   | Killed Menuwk the pandemonium lord
238661 | Zig:24   | Killed Biehueta the pandemonium lord
238661 | Zig:24   | Killed Riocw the pandemonium lord
238661 | Zig:24   | Killed Wuts the pandemonium lord
238662 | Zig:24   | Noticed Otsourph the pandemonium lord
238663 | Zig:24   | Noticed Nonkih the pandemonium lord
238663 | Zig:24   | Noticed Jemuseq the pandemonium lord
238665 | Zig:24   | Noticed Ijum the pandemonium lord
238666 | Zig:24   | Noticed Uhobuw the pandemonium lord
238667 | Zig:24   | Noticed Qoippein the pandemonium lord
238668 | Zig:24   | Noticed Vofy the pandemonium lord
238669 | Zig:24   | Killed Biochim the pandemonium lord
238670 | Zig:24   | Noticed Cirro the pandemonium lord
238672 | Zig:24   | Noticed Nanegu Dokhla the pandemonium lord
238673 | Zig:24   | Noticed Toc Nep the pandemonium lord
238674 | Zig:24   | Noticed Okeuxedi the pandemonium lord
238676 | Zig:24   | Killed Roorofou the pandemonium lord
238677 | Zig:24   | Noticed Ymeph the pandemonium lord
238677 | Zig:24   | Noticed Jounipn the pandemonium lord
238677 | Zig:24   | Noticed Fargh the pandemonium lord
238678 | Zig:24   | Noticed Zasch the pandemonium lord
238679 | Zig:24   | Noticed Ekkahorio the pandemonium lord
238679 | Zig:24   | Noticed Moafiduf the pandemonium lord
238679 | Zig:24   | Noticed Rener the pandemonium lord
238679 | Zig:24   | Noticed Wett the pandemonium lord
238680 | Zig:24   | Killed Alur the pandemonium lord
238682 | Zig:24   | Killed Ixzuovir the pandemonium lord
238682 | Zig:24   | Killed Ciyhi the pandemonium lord
238683 | Zig:24   | Killed Fissarr the pandemonium lord
238683 | Zig:24   | Killed Romef the pandemonium lord
238683 | Zig:24   | Killed Asyighib the pandemonium lord
238683 | Zig:24   | Killed Igey the pandemonium lord
238684 | Zig:24   | Killed Nonkih the pandemonium lord
238684 | Zig:24   | Killed Guas the pandemonium lord
238684 | Zig:24   | Killed Qatoseqi the pandemonium lord
238684 | Zig:24   | Killed Zotenkoc the pandemonium lord
238684 | Zig:24   | Killed Hihoub the pandemonium lord
238684 | Zig:24   | Killed Catzep the pandemonium lord
238684 | Zig:24   | Killed Toc Nep the pandemonium lord
238684 | Zig:24   | Killed Roegh the pandemonium lord
238685 | Zig:24   | Noticed Oriocos the pandemonium lord
238685 | Zig:24   | Noticed Tufiempi the pandemonium lord
238685 | Zig:24   | Noticed Yngusad the pandemonium lord
238685 | Zig:24   | Noticed Rypeck the pandemonium lord
238685 | Zig:24   | Killed Inwiruenne the pandemonium lord
238685 | Zig:24   | Killed Fufeuc the pandemonium lord
238685 | Zig:24   | Killed Hoipt the pandemonium lord
238685 | Zig:24   | Killed Hiumeid the pandemonium lord
238685 | Zig:24   | Killed Cirro the pandemonium lord
238685 | Zig:24   | Killed Ufaut the pandemonium lord
238685 | Zig:24   | Killed Lyes Zao the pandemonium lord
238685 | Zig:24   | Killed Geidull the pandemonium lord
238686 | Zig:24   | Killed Wimodwob the pandemonium lord
238686 | Zig:24   | Killed Funegih the pandemonium lord
238686 | Zig:24   | Killed Nanegu Dokhla the pandemonium lord
238686 | Zig:24   | Killed Ceovuv the pandemonium lord
238686 | Zig:24   | Killed Okeuxedi the pandemonium lord
238686 | Zig:24   | Killed Jemuseq the pandemonium lord
238686 | Zig:24   | Killed Veumivok the pandemonium lord
238686 | Zig:24   | Killed Ixiexzets the pandemonium lord
238686 | Zig:24   | Killed Fargh the pandemonium lord
238686 | Zig:24   | Killed Deunly the pandemonium lord
238686 | Zig:24   | Killed Ruof the pandemonium lord
238686 | Zig:24   | Killed Ymeph the pandemonium lord
238686 | Zig:24   | Killed Otsourph the pandemonium lord
238686 | Zig:24   | Killed Inicoyn the pandemonium lord
238686 | Zig:24   | Killed Lammanoo the pandemonium lord
238686 | Zig:24   | Killed Fish the pandemonium lord
238686 | Zig:24   | Killed Rener the pandemonium lord
238686 | Zig:24   | Killed Ekkahorio the pandemonium lord
238686 | Zig:24   | Killed Oriocos the pandemonium lord
238686 | Zig:24   | Killed Cisyerir the pandemonium lord
238687 | Zig:24   | Killed Suhotz the pandemonium lord
238687 | Zig:24   | Killed Obaujer the pandemonium lord
238687 | Zig:24   | Killed Jase the pandemonium lord
238687 | Zig:24   | Killed Misaihaf the pandemonium lord
238687 | Zig:24   | Killed Qoippein the pandemonium lord
238687 | Zig:24   | Killed Yclipp the pandemonium lord
238687 | Zig:24   | Killed Jounipn the pandemonium lord
238687 | Zig:24   | Killed Zasch the pandemonium lord
238687 | Zig:24   | Killed Vofy the pandemonium lord
238687 | Zig:24   | Killed Malari the pandemonium lord
238687 | Zig:24   | Killed Koqom the pandemonium lord
238687 | Zig:24   | Killed Uhobuw the pandemonium lord
238687 | Zig:24   | Killed Golan the pandemonium lord
238687 | Zig:24   | Killed Moafiduf the pandemonium lord
238687 | Zig:24   | Killed Jevowk the pandemonium lord
238687 | Zig:24   | Killed Saff the pandemonium lord
238687 | Zig:24   | Killed Lut Woni the pandemonium lord
238688 | Zig:24   | Noticed Xoentoummya the pandemonium lord
238688 | Zig:24   | Noticed Vempuli the pandemonium lord
238689 | Zig:24   | Noticed Heukh the pandemonium lord
238689 | Zig:24   | Noticed Semeth the pandemonium lord
238689 | Zig:24   | Killed Uvalicokh the pandemonium lord
238690 | Zig:24   | Killed Wett the pandemonium lord
238690 | Zig:24   | Killed Rypeck the pandemonium lord
238690 | Zig:24   | Killed Hokiokk the pandemonium lord
238690 | Zig:24   | Killed Rocij the pandemonium lord
238691 | Zig:24   | Noticed Giuw the pandemonium lord
238691 | Zig:24   | Noticed Rorut the pandemonium lord
238693 | Zig:24   | Killed Ijum the pandemonium lord
238693 | Zig:24   | Killed Koupik the pandemonium lord
238701 | Zig:24   | Killed Giuw the pandemonium lord
238702 | Zig:24   | Killed Yngusad the pandemonium lord
238702 | Zig:24   | Killed Wibb the pandemonium lord
238704 | Zig:24   | Killed Luodd the pandemonium lord
238705 | Zig:24   | Killed Tufiempi the pandemonium lord
238706 | Zig:24   | Killed Qiobleqe the pandemonium lord
238706 | Zig:24   | Killed Semeth the pandemonium lord
238707 | Zig:24   | Killed Bethriesk the pandemonium lord
238707 | Zig:24   | Killed Woludurr the pandemonium lord
238707 | Zig:24   | Killed Aluvem the pandemonium lord
238708 | Zig:24   | Killed Jume the pandemonium lord
238708 | Zig:24   | Killed Vano the pandemonium lord
238708 | Zig:24   | Killed Fuemnedi the pandemonium lord
238708 | Zig:24   | Killed Heukh the pandemonium lord
238708 | Zig:24   | Killed Uhapled the pandemonium lord
238709 | Zig:24   | Noticed Yhauq the pandemonium lord
238709 | Zig:24   | Killed Xoentoummya the pandemonium lord
238709 | Zig:24   | Killed Agacowus the pandemonium lord
238710 | Zig:24   | Killed Giedel the pandemonium lord
238711 | Zig:24   | Killed Vixteakkafau the pandemonium lord
238713 | Zig:24   | Killed Geganare the pandemonium lord
238716 | Zig:24   | Killed Rorut the pandemonium lord
238717 | Zig:24   | Killed Yhauq the pandemonium lord
238723 | Zig:24   | Killed Vempuli the pandemonium lord
239015 | Zig:25   | Entered Level 25 of a ziggurat
239015 | Zig:25   | Noticed Xebiecvinn the pandemonium lord
239015 | Zig:25   | Noticed Itoxefasair the pandemonium lord
239015 | Zig:25   | Noticed Haluifri the pandemonium lord
239015 | Zig:25   | Noticed Suul the pandemonium lord
239015 | Zig:25   | Noticed Ceomaesi the pandemonium lord
239015 | Zig:25   | Noticed Lasy the pandemonium lord
239015 | Zig:25   | Noticed Duetiuma the pandemonium lord
239015 | Zig:25   | Noticed Imaveweph the pandemonium lord
239015 | Zig:25   | Noticed Zeseic the pandemonium lord
239015 | Zig:25   | Noticed Nimiemno the pandemonium lord
239015 | Zig:25   | Noticed Sialoin the pandemonium lord
239015 | Zig:25   | Noticed Wiagytiq the pandemonium lord
239015 | Zig:25   | Noticed Uviotot the pandemonium lord
239015 | Zig:25   | Noticed Vuamics the pandemonium lord
239015 | Zig:25   | Noticed Kidghar the pandemonium lord
239015 | Zig:25   | Noticed Noad the pandemonium lord
239015 | Zig:25   | Noticed Ycloekh the pandemonium lord
239015 | Zig:25   | Noticed Letyxt the pandemonium lord
239015 | Zig:25   | Noticed Resepp the pandemonium lord
239015 | Zig:25   | Noticed Feghaib the pandemonium lord
239015 | Zig:25   | Noticed Ataceuno the pandemonium lord
239015 | Zig:25   | Noticed Iruegas the pandemonium lord
239018 | Zig:25   | Noticed Zaxtyrao the pandemonium lord
239018 | Zig:25   | Noticed Miusiat the pandemonium lord
239018 | Zig:25   | Noticed Jyguf the pandemonium lord
239020 | Zig:25   | Noticed Rica the pandemonium lord
239020 | Zig:25   | Noticed Zitweoz the pandemonium lord
239020 | Zig:25   | Noticed Lamiva the pandemonium lord
239020 | Zig:25   | Killed Miusiat the pandemonium lord
239020 | Zig:25   | Killed Suul the pandemonium lord
239020 | Zig:25   | Killed Vuamics the pandemonium lord
239020 | Zig:25   | Killed Resepp the pandemonium lord
239021 | Zig:25   | Killed Noad the pandemonium lord
239021 | Zig:25   | Killed Ataceuno the pandemonium lord
239021 | Zig:25   | Killed Haluifri the pandemonium lord
239022 | Zig:25   | Noticed Qahaecen the pandemonium lord
239022 | Zig:25   | Noticed Hipra the pandemonium lord
239022 | Zig:25   | Noticed Fegeus the pandemonium lord
239022 | Zig:25   | Killed Duetiuma the pandemonium lord
239022 | Zig:25   | Killed Wiagytiq the pandemonium lord
239022 | Zig:25   | Killed Ceomaesi the pandemonium lord
239022 | Zig:25   | Killed Itoxefasair the pandemonium lord
239022 | Zig:25   | Killed Ycloekh the pandemonium lord
239022 | Zig:25   | Killed Xebiecvinn the pandemonium lord
239022 | Zig:25   | Killed Zaxtyrao the pandemonium lord
239022 | Zig:25   | Killed Iruegas the pandemonium lord
239022 | Zig:25   | Killed Letyxt the pandemonium lord
239023 | Zig:25   | Noticed Xanejaup the pandemonium lord
239023 | Zig:25   | Noticed Toschamn the pandemonium lord
239025 | Zig:25   | Noticed Qomaah the pandemonium lord
239025 | Zig:25   | Killed Xanejaup the pandemonium lord
239027 | Zig:25   | Noticed Comug the pandemonium lord
239027 | Zig:25   | Killed Sialoin the pandemonium lord
239027 | Zig:25   | Killed Kidghar the pandemonium lord
239027 | Zig:25   | Killed Feghaib the pandemonium lord
239027 | Zig:25   | Killed Fegeus the pandemonium lord
239027 | Zig:25   | Killed Nimiemno the pandemonium lord
239029 | Zig:25   | Noticed Fuly the pandemonium lord
239029 | Zig:25   | Noticed Waackyqen the pandemonium lord
239029 | Zig:25   | Killed Doocweott the pandemonium lord
239030 | Zig:25   | Noticed Xipt the pandemonium lord
239030 | Zig:25   | Noticed Luwkaed the pandemonium lord
239030 | Zig:25   | Killed Qomaah the pandemonium lord
239030 | Zig:25   | Killed Pito the pandemonium lord
239030 | Zig:25   | Killed Lamiva the pandemonium lord
239031 | Zig:25   | Noticed Rosmud the pandemonium lord
239031 | Zig:25   | Killed Comug the pandemonium lord
239032 | Zig:25   | Noticed Tuntoer the pandemonium lord
239033 | Zig:25   | Noticed Fyucask the pandemonium lord
239033 | Zig:25   | Killed Luwkaed the pandemonium lord
239033 | Zig:25   | Killed Rosmud the pandemonium lord
239033 | Zig:25   | Killed Uviotot the pandemonium lord
239033 | Zig:25   | Killed Olij the pandemonium lord
239033 | Zig:25   | Killed Qahaecen the pandemonium lord
239033 | Zig:25   | Killed Zeseic the pandemonium lord
239033 | Zig:25   | Killed Erphauc the pandemonium lord
239034 | Zig:25   | Noticed Him Inun the pandemonium lord
239034 | Zig:25   | Killed Hipra the pandemonium lord
239034 | Zig:25   | Killed Zitweoz the pandemonium lord
239034 | Zig:25   | Killed Dyubum the pandemonium lord
239034 | Zig:25   | Killed Toschamn the pandemonium lord
239034 | Zig:25   | Killed Imaveweph the pandemonium lord
239034 | Zig:25   | Killed Fiafujakh the pandemonium lord
239034 | Zig:25   | Killed Fuly the pandemonium lord
239035 | Zig:25   | Noticed Ranniag the pandemonium lord
239035 | Zig:25   | Noticed Haky the pandemonium lord
239036 | Zig:25   | Noticed Nibluxot the pandemonium lord
239037 | Zig:25   | Noticed Tiggiozil the pandemonium lord
239037 | Zig:25   | Killed Waackyqen the pandemonium lord
239037 | Zig:25   | Killed Him Inun the pandemonium lord
239040 | Zig:25   | Noticed Vetu the pandemonium lord
239041 | Zig:25   | Noticed Icaow the pandemonium lord
239041 | Zig:25   | Noticed Fos Qui the pandemonium lord
239041 | Zig:25   | Noticed Ragojebb the pandemonium lord
239042 | Zig:25   | Noticed Karghukeng the pandemonium lord
239042 | Zig:25   | Noticed Adiqe the pandemonium lord
239042 | Zig:25   | Killed Tiggiozil the pandemonium lord
239042 | Zig:25   | Killed Lasy the pandemonium lord
239042 | Zig:25   | Killed Rica the pandemonium lord
239043 | Zig:25   | Noticed Oroegylo the pandemonium lord
239044 | Zig:25   | Noticed Miromila the pandemonium lord
239044 | Zig:25   | Noticed Kusoumou the pandemonium lord
239044 | Zig:25   | Noticed Myihozxo the pandemonium lord
239044 | Zig:25   | Killed Xipt the pandemonium lord
239044 | Zig:25   | Killed Vetu the pandemonium lord
239044 | Zig:25   | Killed Oroegylo the pandemonium lord
239044 | Zig:25   | Killed Ragojebb the pandemonium lord
239045 | Zig:25   | Noticed Puprahie the pandemonium lord
239046 | Zig:25   | Noticed Emal the pandemonium lord
239046 | Zig:25   | Noticed Viudovukk the pandemonium lord
239046 | Zig:25   | Killed Ranniag the pandemonium lord
239046 | Zig:25   | Killed Miromila the pandemonium lord
239047 | Zig:25   | Noticed Buxzops the pandemonium lord
239047 | Zig:25   | Noticed Ikanasap the pandemonium lord
239047 | Zig:25   | Noticed Goibu the pandemonium lord
239047 | Zig:25   | Noticed Yhiabbac the pandemonium lord
239048 | Zig:25   | Noticed Fixup the pandemonium lord
239048 | Zig:25   | Noticed Xikedeosk the pandemonium lord
239048 | Zig:25   | Killed Haky the pandemonium lord
239048 | Zig:25   | Killed Nibluxot the pandemonium lord
239048 | Zig:25   | Killed Fyucask the pandemonium lord
239049 | Zig:25   | Noticed Votyvis the pandemonium lord
239049 | Zig:25   | Noticed Porphije the pandemonium lord
239049 | Zig:25   | Killed Porphije the pandemonium lord
239049 | Zig:25   | Killed Teutwama the pandemonium lord
239049 | Zig:25   | Killed Tuntoer the pandemonium lord
239050 | Zig:25   | Noticed Gyangaji the pandemonium lord
239052 | Zig:25   | Killed Viudovukk the pandemonium lord
239052 | Zig:25   | Killed Xikedeosk the pandemonium lord
239052 | Zig:25   | Killed Adiqe the pandemonium lord
239052 | Zig:25   | Killed Buxzops the pandemonium lord
239052 | Zig:25   | Killed Jyguf the pandemonium lord
239052 | Zig:25   | Killed Fos Qui the pandemonium lord
239053 | Zig:25   | Noticed Osoquug the pandemonium lord
239053 | Zig:25   | Noticed Kuit Qaotin the pandemonium lord
239054 | Zig:25   | Noticed Ingi the pandemonium lord
239055 | Zig:25   | Noticed Perofiun the pandemonium lord
239055 | Zig:25   | Noticed Fothro the pandemonium lord
239055 | Zig:25   | Killed Puprahie the pandemonium lord
239055 | Zig:25   | Killed Hazabaff the pandemonium lord
239055 | Zig:25   | Killed Votyvis the pandemonium lord
239055 | Zig:25   | Killed Yhiabbac the pandemonium lord
239055 | Zig:25   | Killed Emal the pandemonium lord
239056 | Zig:25   | Noticed Emafibir the pandemonium lord
239056 | Zig:25   | Noticed Woahery the pandemonium lord
239057 | Zig:25   | Noticed Miri Ide the pandemonium lord
239057 | Zig:25   | Noticed Janulew the pandemonium lord
239057 | Zig:25   | Noticed Miduaraiji the pandemonium lord
239057 | Zig:25   | Noticed Marghavu the pandemonium lord
239058 | Zig:25   | Noticed Socut the pandemonium lord
239059 | Zig:25   | Noticed Estriuz the pandemonium lord
239059 | Zig:25   | Killed Myihozxo the pandemonium lord
239060 | Zig:25   | Noticed Kacos the pandemonium lord
239061 | Zig:25   | Noticed Bufuakk the pandemonium lord
239063 | Zig:25   | Noticed Ajex Ruoh the pandemonium lord
239063 | Zig:25   | Noticed Muriocvu the pandemonium lord
239063 | Zig:25   | Noticed Umylep Sino the pandemonium lord
239064 | Zig:25   | Killed Fixup the pandemonium lord
239064 | Zig:25   | Killed Kuit Qaotin the pandemonium lord
239065 | Zig:25   | Noticed Nuanyo Jeal the pandemonium lord
239065 | Zig:25   | Noticed Ducubbeq the pandemonium lord
239065 | Zig:25   | Killed Perofiun the pandemonium lord
239065 | Zig:25   | Killed Emafibir the pandemonium lord
239065 | Zig:25   | Killed Goibu the pandemonium lord
239066 | Zig:25   | Noticed Otimaog the pandemonium lord
239066 | Zig:25   | Noticed Rufaf the pandemonium lord
239066 | Zig:25   | Noticed Zukokhom the pandemonium lord
239066 | Zig:25   | Killed Karghukeng the pandemonium lord
239066 | Zig:25   | Killed Ikanasap the pandemonium lord
239067 | Zig:25   | Noticed Aguca Ilo the pandemonium lord
239069 | Zig:25   | Noticed Gav Seez the pandemonium lord
239069 | Zig:25   | Noticed Miogript the pandemonium lord
239069 | Zig:25   | Killed Miri Ide the pandemonium lord
239069 | Zig:25   | Killed Socut the pandemonium lord
239069 | Zig:25   | Killed Gyangaji the pandemonium lord
239069 | Zig:25   | Killed Miduaraiji the pandemonium lord
239069 | Zig:25   | Killed Woahery the pandemonium lord
239070 | Zig:25   | Noticed Haaskumm the pandemonium lord
239070 | Zig:25   | Noticed Wogips Bium the pandemonium lord
239070 | Zig:25   | Killed Kusoumou the pandemonium lord
239071 | Zig:25   | Noticed Joleleits the pandemonium lord
239072 | Zig:25   | Noticed Vuleryh the pandemonium lord
239072 | Zig:25   | Killed Aguca Ilo the pandemonium lord
239072 | Zig:25   | Killed Zukokhom the pandemonium lord
239072 | Zig:25   | Killed Ajex Ruoh the pandemonium lord
239072 | Zig:25   | Killed Osoquug the pandemonium lord
239073 | Zig:25   | Noticed Weppaag the pandemonium lord
239074 | Zig:25   | Noticed Wach the pandemonium lord
239075 | Zig:25   | Noticed Fekug the pandemonium lord
239075 | Zig:25   | Noticed Zoehunir the pandemonium lord
239075 | Zig:25   | Noticed Fehycuomi the pandemonium lord
239076 | Zig:25   | Noticed Tavixo the pandemonium lord
239077 | Zig:25   | Noticed Woedaocu the pandemonium lord
239077 | Zig:25   | Killed Vuleryh the pandemonium lord
239077 | Zig:25   | Killed Muriocvu the pandemonium lord
239078 | Zig:25   | Noticed Buolis the pandemonium lord
239078 | Zig:25   | Noticed Ucetatho the pandemonium lord
239078 | Zig:25   | Killed Janulew the pandemonium lord
239078 | Zig:25   | Killed Wogips Bium the pandemonium lord
239078 | Zig:25   | Killed Zoehunir the pandemonium lord
239078 | Zig:25   | Killed Fehycuomi the pandemonium lord
239079 | Zig:25   | Noticed Xeeseugi the pandemonium lord
239079 | Zig:25   | Noticed Imonafix the pandemonium lord
239080 | Zig:25   | Noticed Wiyhapig the pandemonium lord
239082 | Zig:25   | Noticed Atriesy the pandemonium lord
239082 | Zig:25   | Noticed Tout the pandemonium lord
239082 | Zig:25   | Noticed Feen the pandemonium lord
239083 | Zig:25   | Noticed Gyoweir the pandemonium lord
239083 | Zig:25   | Noticed Waema the pandemonium lord
239083 | Zig:25   | Killed Bufuakk the pandemonium lord
239083 | Zig:25   | Killed Weppaag the pandemonium lord
239083 | Zig:25   | Killed Nuanyo Jeal the pandemonium lord
239083 | Zig:25   | Killed Ratz the pandemonium lord
239083 | Zig:25   | Killed Umylep Sino the pandemonium lord
239083 | Zig:25   | Killed Kacos the pandemonium lord
239083 | Zig:25   | Killed Buolis the pandemonium lord
239083 | Zig:25   | Killed Ingi the pandemonium lord
239084 | Zig:25   | Killed Wach the pandemonium lord
239084 | Zig:25   | Killed Feen the pandemonium lord
239084 | Zig:25   | Killed Miogript the pandemonium lord
239084 | Zig:25   | Killed Gav Seez the pandemonium lord
239084 | Zig:25   | Killed Fekug the pandemonium lord
239084 | Zig:25   | Killed Sodusta the pandemonium lord
239084 | Zig:25   | Killed Otimaog the pandemonium lord
239084 | Zig:25   | Killed Tavixo the pandemonium lord
239084 | Zig:25   | Killed Icaow the pandemonium lord
239084 | Zig:25   | Killed Woedaocu the pandemonium lord
239084 | Zig:25   | Killed Imonafix the pandemonium lord
239086 | Zig:25   | Noticed Onaire the pandemonium lord
239086 | Zig:25   | Noticed Fonyipn the pandemonium lord
239086 | Zig:25   | Noticed Ujiemie the pandemonium lord
239086 | Zig:25   | Noticed Veek the pandemonium lord
239087 | Zig:25   | Noticed Joliniaf the pandemonium lord
239087 | Zig:25   | Noticed Nerouph the pandemonium lord
239087 | Zig:25   | Noticed Quagif Ytier the pandemonium lord
239087 | Zig:25   | Killed Xeeseugi the pandemonium lord
239087 | Zig:25   | Killed Xayc the pandemonium lord
239087 | Zig:25   | Killed Wiyhapig the pandemonium lord
239087 | Zig:25   | Killed Estriuz the pandemonium lord
239087 | Zig:25   | Killed Ujiemie the pandemonium lord
239087 | Zig:25   | Killed Rufaf the pandemonium lord
239087 | Zig:25   | Killed Heunuxoh the pandemonium lord
239088 | Zig:25   | Noticed Ufanty the pandemonium lord
239088 | Zig:25   | Noticed Nairhoce the pandemonium lord
239090 | Zig:25   | Killed Joleleits the pandemonium lord
239090 | Zig:25   | Killed Marghavu the pandemonium lord
239090 | Zig:25   | Killed Waema the pandemonium lord
239091 | Zig:25   | Noticed Ikhlodeloi the pandemonium lord
239091 | Zig:25   | Noticed Luorhin the pandemonium lord
239092 | Zig:25   | Killed Atriesy the pandemonium lord
239092 | Zig:25   | Killed Tout the pandemonium lord
239092 | Zig:25   | Killed Ducubbeq the pandemonium lord
239092 | Zig:25   | Killed Ycuwn the pandemonium lord
239093 | Zig:25   | Killed Fonyipn the pandemonium lord
239094 | Zig:25   | Noticed Hyat the pandemonium lord
239096 | Zig:25   | Killed Nairhoce the pandemonium lord
239096 | Zig:25   | Killed Fothro the pandemonium lord
239096 | Zig:25   | Killed Quagif Ytier the pandemonium lord
239096 | Zig:25   | Killed Ufanty the pandemonium lord
239096 | Zig:25   | Killed Ikhlodeloi the pandemonium lord
239097 | Zig:25   | Noticed Lauschua the pandemonium lord
239098 | Zig:25   | Noticed Joniesme the pandemonium lord
239098 | Zig:25   | Killed Gyoweir the pandemonium lord
239098 | Zig:25   | Killed Veek the pandemonium lord
239098 | Zig:25   | Killed Onaire the pandemonium lord
239099 | Zig:25   | Noticed Jataps the pandemonium lord
239100 | Zig:25   | Noticed Ihubuleori the pandemonium lord
239101 | Zig:25   | Noticed Tuqanno the pandemonium lord
239101 | Zig:25   | Noticed Maogolob the pandemonium lord
239101 | Zig:25   | Killed Haaskumm the pandemonium lord
239103 | Zig:25   | Noticed Vepsolij the pandemonium lord
239103 | Zig:25   | Killed Nerouph the pandemonium lord
239103 | Zig:25   | Killed Reis the pandemonium lord
239103 | Zig:25   | Killed Hyat the pandemonium lord
239103 | Zig:25   | Killed Ihubuleori the pandemonium lord
239104 | Zig:25   | Noticed Qufroh the pandemonium lord
239104 | Zig:25   | Noticed Ypenumek the pandemonium lord
239104 | Zig:25   | Killed Joniesme the pandemonium lord
239104 | Zig:25   | Killed Luorhin the pandemonium lord
239104 | Zig:25   | Killed Vepsolij the pandemonium lord
239104 | Zig:25   | Killed Maogolob the pandemonium lord
239105 | Zig:25   | Noticed Harit the pandemonium lord
239105 | Zig:25   | Noticed Negaplug the pandemonium lord
239107 | Zig:25   | Noticed Cugucen the pandemonium lord
239107 | Zig:25   | Noticed Gowkushre the pandemonium lord
239107 | Zig:25   | Killed Tuqanno the pandemonium lord
239107 | Zig:25   | Killed Lauschua the pandemonium lord
239107 | Zig:25   | Killed Joliniaf the pandemonium lord
239107 | Zig:25   | Killed Qufroh the pandemonium lord
239108 | Zig:25   | Noticed Irghoqui the pandemonium lord
239110 | Zig:25   | Noticed Ore Kaakh the pandemonium lord
239111 | Zig:25   | Noticed Bim Nely the pandemonium lord
239111 | Zig:25   | Noticed Mefriul the pandemonium lord
239111 | Zig:25   | Killed Ypenumek the pandemonium lord
239111 | Zig:25   | Killed Irghoqui the pandemonium lord
239111 | Zig:25   | Killed Harit the pandemonium lord
239111 | Zig:25   | Killed Taeturgh the pandemonium lord
239111 | Zig:25   | Killed Cuclupnu the pandemonium lord
239112 | Zig:25   | Noticed Iten the pandemonium lord
239112 | Zig:25   | Killed Negaplug the pandemonium lord
239112 | Zig:25   | Killed Kiricuomm the pandemonium lord
239113 | Zig:25   | Noticed Fokiys Watam the pandemonium lord
239115 | Zig:25   | Killed Fokiys Watam the pandemonium lord
239115 | Zig:25   | Killed Iten the pandemonium lord
239115 | Zig:25   | Killed Bim Nely the pandemonium lord
239117 | Zig:25   | Noticed Ubliach the pandemonium lord
239117 | Zig:25   | Killed Mefriul the pandemonium lord
239117 | Zig:25   | Killed Cugucen the pandemonium lord
239119 | Zig:25   | Noticed Mumuole the pandemonium lord
239119 | Zig:25   | Noticed Qavar the pandemonium lord
239119 | Zig:25   | Noticed Lisaudah the pandemonium lord
239119 | Zig:25   | Noticed Anojeroq the pandemonium lord
239120 | Zig:25   | Killed Jataps the pandemonium lord
239121 | Zig:25   | Noticed Nuxasoh the pandemonium lord
239123 | Zig:25   | Noticed Deokk the pandemonium lord
239123 | Zig:25   | Killed Mumuole the pandemonium lord
239125 | Zig:25   | Noticed Senim the pandemonium lord
239125 | Zig:25   | Noticed Rycryack the pandemonium lord
239126 | Zig:25   | Noticed Ywexeuk the pandemonium lord
239126 | Zig:25   | Noticed Faghawnate the pandemonium lord
239126 | Zig:25   | Noticed Zips the pandemonium lord
239126 | Zig:25   | Killed Ubliach the pandemonium lord
239127 | Zig:25   | Noticed Ymio the pandemonium lord
239127 | Zig:25   | Killed Qavar the pandemonium lord
239127 | Zig:25   | Killed Ore Kaakh the pandemonium lord
239127 | Zig:25   | Killed Anojeroq the pandemonium lord
239128 | Zig:25   | Noticed Gaurchow the pandemonium lord
239128 | Zig:25   | Killed Gowkushre the pandemonium lord
239128 | Zig:25   | Killed Kaidecs the pandemonium lord
239128 | Zig:25   | Killed Nuxasoh the pandemonium lord
239129 | Zig:25   | Noticed Eschul the pandemonium lord
239129 | Zig:25   | Killed Faghawnate the pandemonium lord
239129 | Zig:25   | Killed Lisaudah the pandemonium lord
239129 | Zig:25   | Killed Deokk the pandemonium lord
239130 | Zig:25   | Noticed Vuempoi the pandemonium lord
239131 | Zig:25   | Noticed Keth the pandemonium lord
239132 | Zig:25   | Noticed Gafiopoixt the pandemonium lord
239132 | Zig:25   | Noticed Dadiq the pandemonium lord
239133 | Zig:25   | Noticed Qisumm the pandemonium lord
239133 | Zig:25   | Noticed Coeliof the pandemonium lord
239133 | Zig:25   | Killed Senim the pandemonium lord
239133 | Zig:25   | Killed Gaurchow the pandemonium lord
239134 | Zig:25   | Killed Zips the pandemonium lord
239135 | Zig:25   | Killed Ywexeuk the pandemonium lord
239135 | Zig:25   | Killed Dadiq the pandemonium lord
239136 | Zig:25   | Noticed Acumyac the pandemonium lord
239136 | Zig:25   | Noticed Molaaqeg the pandemonium lord
239136 | Zig:25   | Killed Vuempoi the pandemonium lord
239137 | Zig:25   | Noticed Jalif the pandemonium lord
239139 | Zig:25   | Killed Rycryack the pandemonium lord
239140 | Zig:25   | Noticed Qeri the pandemonium lord
239140 | Zig:25   | Killed Molaaqeg the pandemonium lord
239141 | Zig:25   | Noticed Lexag the pandemonium lord
239141 | Zig:25   | Killed Keth the pandemonium lord
239143 | Zig:25   | Noticed Zyckics the pandemonium lord
239144 | Zig:25   | Killed Acumyac the pandemonium lord
239144 | Zig:25   | Killed Qisumm the pandemonium lord
239144 | Zig:25   | Killed Gafiopoixt the pandemonium lord
239144 | Zig:25   | Killed Coeliof the pandemonium lord
239145 | Zig:25   | Noticed Nixke the pandemonium lord
239145 | Zig:25   | Killed Ucetatho the pandemonium lord
239145 | Zig:25   | Killed Nixke the pandemonium lord
239146 | Zig:25   | Killed Ymio the pandemonium lord
239146 | Zig:25   | Killed Eschul the pandemonium lord
239147 | Zig:25   | Noticed Onajos the pandemonium lord
239147 | Zig:25   | Killed Jalif the pandemonium lord
239147 | Zig:25   | Killed Zyckics the pandemonium lord
239147 | Zig:25   | Killed Lexag the pandemonium lord
239149 | Zig:25   | Noticed Denir the pandemonium lord
239149 | Zig:25   | Killed Denir the pandemonium lord
239150 | Zig:25   | Noticed Higofo the pandemonium lord
239150 | Zig:25   | Noticed Jelaewko the pandemonium lord
239151 | Zig:25   | Noticed Weitiost the pandemonium lord
239151 | Zig:25   | Noticed Axeaven the pandemonium lord
239151 | Zig:25   | Killed Qeri the pandemonium lord
239152 | Zig:25   | Noticed Siot Ryu the pandemonium lord
239153 | Zig:25   | Noticed Soirgh the pandemonium lord
239154 | Zig:25   | Noticed Gacym the pandemonium lord
239155 | Zig:25   | Noticed Vyrreak the pandemonium lord
239155 | Zig:25   | Killed Onajos the pandemonium lord
239156 | Zig:25   | Noticed Xokkuvesm the pandemonium lord
239156 | Zig:25   | Killed Weitiost the pandemonium lord
239156 | Zig:25   | Killed Siot Ryu the pandemonium lord
239156 | Zig:25   | Killed Jelaewko the pandemonium lord
239158 | Zig:25   | Killed Axeaven the pandemonium lord
239159 | Zig:25   | Noticed Webbooddil the pandemonium lord
239159 | Zig:25   | Killed Higofo the pandemonium lord
239160 | Zig:25   | Killed Vyrreak the pandemonium lord
239160 | Zig:25   | Killed Webbooddil the pandemonium lord
239162 | Zig:25   | Noticed Askihiunub the pandemonium lord
239162 | Zig:25   | Noticed Qanytyl the pandemonium lord
239162 | Zig:25   | Noticed Emio the pandemonium lord
239162 | Zig:25   | Killed Xokkuvesm the pandemonium lord
239162 | Zig:25   | Killed Soirgh the pandemonium lord
239162 | Zig:25   | Killed Askihiunub the pandemonium lord
239163 | Zig:25   | Noticed Werraq the pandemonium lord
239166 | Zig:25   | Killed Gacym the pandemonium lord
239172 | Zig:25   | Killed Qanytyl the pandemonium lord
239172 | Zig:25   | Killed Werraq the pandemonium lord
239172 | Zig:25   | Killed Mutuju the pandemonium lord
239176 | Zig:25   | Killed Emio the pandemonium lord
239275 | Zig:25   | Got a sparkling copper ring
239277 | Zig:25   | Identified the ring "Netaep" {rPois Str-2 Int+5 Slay+3} (You found it on level 25 of a ziggurat)
239295 | Zig:25   | Identified the Papyrus of the Fetching Frostbite
239516 | Zig:26   | Entered Level 26 of a ziggurat
239551 | Zig:26   | Identified the Handbook of the Supportive Snowflakes
239677 | Zig:26   | Identified the Catalogue of Ice
239700 | Zig:26   | Identified the Grimoire of the Dark Birds
239770 | Zig:26   | Got a pitted garnet amulet
239772 | Zig:26   | Identified the amulet "Ulaokhosu" {+Rage Int+3} (You found it on level 26 of a ziggurat)
239784 | Zig:26   | Got a sparkling ivory amulet
239785 | Zig:26   | Identified the amulet of Neurosis {Harm *Drain +Fly SInv} (You found it on level 26 of a ziggurat)
239789 | Zig:26   | Got a shimmering jade ring
239791 | Zig:26   | Identified the ring "Beustreo" {rN+ Int+5} (You found it on level 26 of a ziggurat)
239805 | Zig:26   | Got a sparkling iron amulet
239806 | Zig:26   | Identified the amulet of Oleirph {RegenMP *Corrode MR+ MP+9 Int+3} (You found it on level 26 of a ziggurat)
239810 | Zig:26   | Identified the Almanac of Moulding and Aid
239875 | Zig:27   | Entered Level 27 of a ziggurat
239964 | Zig:27   | Got a translucent marble ring
239965 | Zig:27   | Identified the ring of the Zebra {rN+ Str+4 Int+2} (You found it on level 27 of a ziggurat)
239976 | Zig:27   | Identified the Catalogue of the Destructive Arsonist
240093 | Zig:27   | Identified the cursed +0 cloak of the Great Game {Int+2} (You found it on level 27 of a ziggurat)
240169 | Depths:2 | Got a spiked plate armour
240198 | Zig:1    | Entered Level 1 of a ziggurat
240198 | Zig:1    | Noticed Ketz the pandemonium lord
240198 | Zig:1    | Noticed Doamyiri the pandemonium lord
240198 | Zig:1    | Noticed Vedodaij the pandemonium lord
240198 | Zig:1    | Noticed Jicin the pandemonium lord
240198 | Zig:1    | Noticed Riweregy the pandemonium lord
240198 | Zig:1    | Noticed Uvytiwy the pandemonium lord
240200 | Zig:1    | Killed Vedodaij the pandemonium lord
240201 | Zig:1    | Killed Jicin the pandemonium lord
240201 | Zig:1    | Killed Ketz the pandemonium lord
240204 | Zig:1    | Killed Doamyiri the pandemonium lord
240205 | Zig:1    | Killed Uvytiwy the pandemonium lord
240206 | Zig:1    | Killed Riweregy the pandemonium lord
240218 | Zig:2    | Entered Level 2 of a ziggurat
240218 | Zig:2    | Noticed an ancient lich
240218 | Zig:2    | Noticed an ancient lich
240218 | Zig:2    | Noticed an ancient lich
240218 | Zig:2    | Noticed an ancient lich
240218 | Zig:2    | Noticed an ancient lich
240219 | Zig:2    | Noticed an ancient lich
240222 | Zig:2    | Killed an ancient lich
240222 | Zig:2    | Killed an ancient lich
240222 | Zig:2    | Killed an ancient lich
240222 | Zig:2    | Killed an ancient lich
240223 | Zig:2    | Noticed an ancient lich
240223 | Zig:2    | Killed an ancient lich
240223 | Zig:2    | Killed an ancient lich
240224 | Zig:2    | Killed an ancient lich
240224 | Zig:2    | Killed an ancient lich
240280 | Zig:3    | Entered Level 3 of a ziggurat
240280 | Zig:3    | Noticed an ancient lich
240280 | Zig:3    | Noticed an ancient lich
240281 | Zig:3    | Noticed an ancient lich
240285 | Zig:3    | Noticed an ancient lich
240286 | Zig:3    | Killed an ancient lich
240287 | Zig:3    | Killed an ancient lich
240288 | Zig:3    | Killed an ancient lich
240294 | Zig:3    | Killed an ancient lich
240367 | Zig:4    | Entered Level 4 of a ziggurat
240367 | Zig:4    | Noticed an orb of fire
240367 | Zig:4    | Noticed an orb of fire
240367 | Zig:4    | Noticed an orb of fire
240367 | Zig:4    | Noticed an orb of fire
240367 | Zig:4    | Noticed an orb of fire
240367 | Zig:4    | Noticed an orb of fire
240367 | Zig:4    | Noticed an orb of fire
240367 | Zig:4    | Noticed an orb of fire
240367 | Zig:4    | Noticed an orb of fire
240367 | Zig:4    | Noticed an orb of fire
240367 | Zig:4    | Noticed an orb of fire
240367 | Zig:4    | Noticed an orb of fire
240367 | Zig:4    | Noticed an orb of fire
240367 | Zig:4    | Noticed an orb of fire
240372 | Zig:4    | Noticed an orb of fire
240381 | Zig:4    | Killed an orb of fire
240382 | Zig:4    | Killed an orb of fire
240382 | Zig:4    | Killed an orb of fire
240383 | Zig:4    | Killed an orb of fire
240384 | Zig:4    | Noticed an orb of fire
240385 | Zig:4    | Killed an orb of fire
240389 | Zig:4    | Killed an orb of fire
240392 | Zig:4    | Killed an orb of fire
240393 | Zig:4    | Killed an orb of fire
240395 | Zig:4    | Noticed an orb of fire
240396 | Zig:4    | Noticed an orb of fire
240396 | Zig:4    | Killed an orb of fire
240396 | Zig:4    | Killed an orb of fire
240399 | Zig:4    | Killed an orb of fire
240399 | Zig:4    | Killed an orb of fire
240403 | Zig:4    | Noticed an orb of fire
240405 | Zig:4    | Killed an orb of fire
240407 | Zig:4    | Killed an orb of fire
240408 | Zig:4    | Killed an orb of fire
240409 | Zig:4    | Killed an orb of fire
240410 | Zig:4    | Killed an orb of fire
240415 | Zig:4    | Noticed an orb of fire
240415 | Zig:4    | Killed an orb of fire
240416 | Zig:4    | Killed an orb of fire
240417 | Zig:4    | Noticed an orb of fire
240417 | Zig:4    | Noticed an orb of fire
240418 | Zig:4    | Noticed an orb of fire
240418 | Zig:4    | Noticed an orb of fire
240428 | Zig:4    | Killed an orb of fire
240432 | Zig:4    | Killed an orb of fire
240434 | Zig:4    | Killed an orb of fire
240439 | Zig:4    | Killed an orb of fire
240439 | Zig:4    | Killed an orb of fire
240550 | Zig:5    | Entered Level 5 of a ziggurat
240550 | Zig:5    | Noticed an ancient lich
240550 | Zig:5    | Noticed an ancient lich
240554 | Zig:5    | Noticed an ancient lich
240554 | Zig:5    | Noticed an ancient lich
240555 | Zig:5    | Noticed an ancient lich
240555 | Zig:5    | Noticed an ancient lich
240555 | Zig:5    | Killed an ancient lich
240557 | Zig:5    | Noticed an ancient lich
240557 | Zig:5    | Killed an ancient lich
240557 | Zig:5    | Killed an ancient lich
240558 | Zig:5    | Noticed an ancient lich
240558 | Zig:5    | Noticed an ancient lich
240559 | Zig:5    | Noticed an ancient lich
240568 | Zig:5    | Killed an ancient lich
240568 | Zig:5    | Killed an ancient lich
240568 | Zig:5    | Killed an ancient lich
240569 | Zig:5    | Killed an ancient lich
240570 | Zig:5    | Killed an ancient lich
240570 | Zig:5    | Killed an ancient lich
240571 | Zig:5    | Killed an ancient lich
240672 | Zig:6    | Entered Level 6 of a ziggurat
240672 | Zig:6    | Noticed an ancient lich
240672 | Zig:6    | Noticed an ancient lich
240672 | Zig:6    | Noticed an ancient lich
240672 | Zig:6    | Noticed an ancient lich
240673 | Zig:6    | Noticed an ancient lich
240679 | Zig:6    | Killed an ancient lich
240680 | Zig:6    | Noticed an ancient lich
240681 | Zig:6    | Killed an ancient lich
240681 | Zig:6    | Killed an ancient lich
240682 | Zig:6    | Killed an ancient lich
240683 | Zig:6    | Noticed an ancient lich
240684 | Zig:6    | Noticed an ancient lich
240701 | Zig:6    | Killed an ancient lich
240703 | Zig:6    | Killed an ancient lich
240708 | Zig:6    | Killed an ancient lich
240713 | Zig:6    | Killed an ancient lich
240786 | Zig:7    | Entered Level 7 of a ziggurat
240835 | Zig:7    | Got a faintly glowing wooden ring
240837 | Zig:7    | Identified the ring "Lelij" {+Fly rPois Str+6 Stlth+} (You found it on level 7 of a ziggurat)
240912 | Zig:8    | Entered Level 8 of a ziggurat
241222 | Zig:8    | Identified the +1 pair of gloves of the Cicada {Str+2} (You found it on level 8 of a ziggurat)
241253 | Zig:9    | Entered Level 9 of a ziggurat
241253 | Zig:9    | Noticed an ancient lich
241253 | Zig:9    | Noticed an ancient lich
241254 | Zig:9    | Noticed an ancient lich
241254 | Zig:9    | Noticed an ancient lich
241255 | Zig:9    | Noticed an ancient lich
241255 | Zig:9    | Noticed an ancient lich
241255 | Zig:9    | Noticed an ancient lich
241255 | Zig:9    | Noticed an ancient lich
241257 | Zig:9    | Noticed an ancient lich
241258 | Zig:9    | Noticed an ancient lich
241259 | Zig:9    | Killed an ancient lich
241260 | Zig:9    | Noticed an ancient lich
241260 | Zig:9    | Noticed an ancient lich
241260 | Zig:9    | Noticed an ancient lich
241261 | Zig:9    | Noticed an ancient lich
241261 | Zig:9    | Noticed an ancient lich
241261 | Zig:9    | Noticed an ancient lich
241261 | Zig:9    | Killed an ancient lich
241261 | Zig:9    | Killed an ancient lich
241261 | Zig:9    | Killed an ancient lich
241261 | Zig:9    | Killed an ancient lich
241261 | Zig:9    | Killed an ancient lich
241262 | Zig:9    | Noticed an ancient lich
241262 | Zig:9    | Noticed an ancient lich
241262 | Zig:9    | Noticed an ancient lich
241262 | Zig:9    | Killed an ancient lich
241262 | Zig:9    | Killed an ancient lich
241263 | Zig:9    | Noticed an ancient lich
241263 | Zig:9    | Noticed an ancient lich
241263 | Zig:9    | Noticed an ancient lich
241263 | Zig:9    | Noticed an ancient lich
241263 | Zig:9    | Noticed an ancient lich
241263 | Zig:9    | Noticed an ancient lich
241263 | Zig:9    | Killed an ancient lich
241263 | Zig:9    | Noticed an ancient lich
241263 | Zig:9    | Noticed an ancient lich
241263 | Zig:9    | Noticed an ancient lich
241263 | Zig:9    | Noticed an ancient lich
241263 | Zig:9    | Noticed an ancient lich
241263 | Zig:9    | Killed an ancient lich
241264 | Zig:9    | Noticed an ancient lich
241264 | Zig:9    | Noticed an ancient lich
241264 | Zig:9    | Noticed an ancient lich
241264 | Zig:9    | Noticed an ancient lich
241265 | Zig:9    | Noticed an ancient lich
241265 | Zig:9    | Noticed an ancient lich
241265 | Zig:9    | Noticed an ancient lich
241266 | Zig:9    | Noticed an ancient lich
241269 | Zig:9    | Noticed an ancient lich
241269 | Zig:9    | Killed an ancient lich
241269 | Zig:9    | Killed an ancient lich
241270 | Zig:9    | Killed an ancient lich
241270 | Zig:9    | Killed an ancient lich
241270 | Zig:9    | Killed an ancient lich
241270 | Zig:9    | Killed an ancient lich
241271 | Zig:9    | Killed an ancient lich
241271 | Zig:9    | Killed an ancient lich
241271 | Zig:9    | Killed an ancient lich
241271 | Zig:9    | Killed an ancient lich
241272 | Zig:9    | Noticed an ancient lich
241272 | Zig:9    | Noticed an ancient lich
241272 | Zig:9    | Killed an ancient lich
241272 | Zig:9    | Killed an ancient lich
241272 | Zig:9    | Killed an ancient lich
241272 | Zig:9    | Killed an ancient lich
241272 | Zig:9    | Killed an ancient lich
241272 | Zig:9    | Killed an ancient lich
241273 | Zig:9    | Killed an ancient lich
241273 | Zig:9    | Killed an ancient lich
241273 | Zig:9    | Killed an ancient lich
241273 | Zig:9    | Killed an ancient lich
241273 | Zig:9    | Killed an ancient lich
241273 | Zig:9    | Killed an ancient lich
241274 | Zig:9    | Killed an ancient lich
241274 | Zig:9    | Killed an ancient lich
241274 | Zig:9    | Killed an ancient lich
241274 | Zig:9    | Killed an ancient lich
241275 | Zig:9    | Killed an ancient lich
241285 | Zig:9    | Killed an ancient lich
241285 | Zig:9    | Killed an ancient lich
241286 | Zig:9    | Killed an ancient lich
241287 | Zig:9    | Killed an ancient lich
241358 | Zig:9    | Got a scintillating brass ring
241360 | Zig:9    | Identified the ring of Freedom {Fire *Corrode rElec Int+7 Stlth+} (You found it on level 9 of a ziggurat)
241421 | Zig:10   | Entered Level 10 of a ziggurat
241469 | Zig:10   | Got a bound copper ring
241471 | Zig:10   | Identified the ring "Dylav" {+Blink +Fly Str+2 Slay+2} (You found it on level 10 of a ziggurat)
241476 | Zig:10   | Got a wavering golden amulet
241477 | Zig:10   | Identified the amulet of Daffodils {Harm *Contam *Corrode *Drain rElec rF+ Str+6} (You found it on level 10 of a ziggurat)
241680 | Zig:11   | Entered Level 11 of a ziggurat
241680 | Zig:11   | Noticed a greater mummy
241680 | Zig:11   | Noticed a greater mummy
241680 | Zig:11   | Noticed a greater mummy
241680 | Zig:11   | Noticed a greater mummy
241683 | Zig:11   | Noticed a greater mummy
241683 | Zig:11   | Killed a greater mummy
241684 | Zig:11   | Noticed a greater mummy
241685 | Zig:11   | Noticed a greater mummy
241685 | Zig:11   | Noticed a greater mummy
241686 | Zig:11   | Noticed a greater mummy
241686 | Zig:11   | Noticed a greater mummy
241686 | Zig:11   | Killed a greater mummy
241686 | Zig:11   | Killed a greater mummy
241687 | Zig:11   | Killed a greater mummy
241687 | Zig:11   | Killed a greater mummy
241688 | Zig:11   | Noticed a greater mummy
241688 | Zig:11   | Killed a greater mummy
241688 | Zig:11   | Killed a greater mummy
241690 | Zig:11   | Killed a greater mummy
241691 | Zig:11   | Noticed a greater mummy
241691 | Zig:11   | Killed a greater mummy
241691 | Zig:11   | Killed a greater mummy
241692 | Zig:11   | Noticed a greater mummy
241692 | Zig:11   | Noticed a greater mummy
241692 | Zig:11   | Killed a greater mummy
241695 | Zig:11   | Noticed a greater mummy
241697 | Zig:11   | Noticed a greater mummy
241699 | Zig:11   | Killed a greater mummy
241699 | Zig:11   | Killed a greater mummy
241699 | Zig:11   | Killed a greater mummy
241703 | Zig:11   | Noticed a greater mummy
241703 | Zig:11   | Killed a greater mummy
241703 | Zig:11   | Killed a greater mummy
241705 | Zig:11   | Noticed a greater mummy
241707 | Zig:11   | Noticed a greater mummy
241708 | Zig:11   | Noticed a greater mummy
241709 | Zig:11   | Noticed a greater mummy
241709 | Zig:11   | Noticed a greater mummy
241709 | Zig:11   | Killed a greater mummy
241709 | Zig:11   | Killed a greater mummy
241711 | Zig:11   | Killed a greater mummy
241711 | Zig:11   | Killed a greater mummy
241711 | Zig:11   | Killed a greater mummy
241712 | Zig:11   | Noticed a greater mummy
241715 | Zig:11   | Noticed a greater mummy
241715 | Zig:11   | Killed a greater mummy
241717 | Zig:11   | Killed a greater mummy
241717 | Zig:11   | Killed a greater mummy
241717 | Zig:11   | Killed a greater mummy
241718 | Zig:11   | Noticed a greater mummy
241722 | Zig:11   | Noticed a greater mummy
241722 | Zig:11   | Killed a greater mummy
241729 | Zig:11   | Killed a greater mummy
241745 | Zig:11   | Got a serpentine jade ring
241746 | Zig:11   | Identified the ring of the Augurer {Ice Stlth+} (You found it on level 11 of a ziggurat)
241771 | Zig:11   | Got a fine brass ring
241772 | Zig:11   | Identified the ring "Nitew" {+Inv rPois rN+ Int-3 SInv} (You found it on level 11 of a ziggurat)
241817 | Zig:12   | Entered Level 12 of a ziggurat
241971 | Zig:12   | Got a glittering glass ring
241972 | Zig:12   | Identified the ring "Lygis" {rElec Int+5 Stlth+} (You found it on level 12 of a ziggurat)
242041 | Zig:13   | Entered Level 13 of a ziggurat
242041 | Zig:13   | Noticed an ancient lich
242041 | Zig:13   | Noticed an ancient lich
242041 | Zig:13   | Noticed an ancient lich
242041 | Zig:13   | Noticed an ancient lich
242041 | Zig:13   | Noticed an ancient lich
242041 | Zig:13   | Noticed an ancient lich
242047 | Zig:13   | Noticed an ancient lich
242047 | Zig:13   | Killed an ancient lich
242047 | Zig:13   | Killed an ancient lich
242048 | Zig:13   | Noticed an ancient lich
242048 | Zig:13   | Killed an ancient lich
242048 | Zig:13   | Killed an ancient lich
242049 | Zig:13   | Noticed an ancient lich
242049 | Zig:13   | Noticed an ancient lich
242049 | Zig:13   | Noticed an ancient lich
242049 | Zig:13   | Killed an ancient lich
242049 | Zig:13   | Killed an ancient lich
242050 | Zig:13   | Noticed an ancient lich
242050 | Zig:13   | Noticed an ancient lich
242050 | Zig:13   | Noticed an ancient lich
242050 | Zig:13   | Noticed an ancient lich
242050 | Zig:13   | Killed an ancient lich
242051 | Zig:13   | Noticed an ancient lich
242052 | Zig:13   | Noticed an ancient lich
242052 | Zig:13   | Noticed an ancient lich
242052 | Zig:13   | Noticed an ancient lich
242052 | Zig:13   | Noticed an ancient lich
242053 | Zig:13   | Noticed an ancient lich
242054 | Zig:13   | Noticed an ancient lich
242054 | Zig:13   | Noticed an ancient lich
242055 | Zig:13   | Noticed an ancient lich
242056 | Zig:13   | Noticed an ancient lich
242057 | Zig:13   | Killed an ancient lich
242057 | Zig:13   | Killed an ancient lich
242057 | Zig:13   | Killed an ancient lich
242057 | Zig:13   | Killed an ancient lich
242058 | Zig:13   | Killed an ancient lich
242059 | Zig:13   | Killed an ancient lich
242059 | Zig:13   | Killed an ancient lich
242059 | Zig:13   | Killed an ancient lich
242060 | Zig:13   | Killed an ancient lich
242060 | Zig:13   | Killed an ancient lich
242060 | Zig:13   | Killed an ancient lich
242061 | Zig:13   | Noticed an ancient lich
242061 | Zig:13   | Noticed an ancient lich
242061 | Zig:13   | Killed an ancient lich
242061 | Zig:13   | Killed an ancient lich
242061 | Zig:13   | Killed an ancient lich
242061 | Zig:13   | Killed an ancient lich
242061 | Zig:13   | Killed an ancient lich
242062 | Zig:13   | Noticed an ancient lich
242062 | Zig:13   | Noticed an ancient lich
242062 | Zig:13   | Killed an ancient lich
242063 | Zig:13   | Noticed an ancient lich
242067 | Zig:13   | Killed an ancient lich
242068 | Zig:13   | Killed an ancient lich
242068 | Zig:13   | Killed an ancient lich
242068 | Zig:13   | Killed an ancient lich
242069 | Zig:13   | Killed an ancient lich
242079 | Zig:13   | Killed an ancient lich
242090 | Zig:13   | Got a brightly glowing jade amulet
242091 | Zig:13   | Identified the amulet of Mutualism {Spirit Int+3} (You found it on level 13 of a ziggurat)
242110 | Zig:13   | Got a brightly glowing brass ring
242112 | Zig:13   | Identified the ring "Hero's Friend" {rCorr rElec rF+ Str+6} (You found it on level 13 of a ziggurat)
242292 | Zig:14   | Entered Level 14 of a ziggurat
242505 | Zig:14   | Identified Samyemn's Reference Book on Transmutation
242516 | Zig:15   | Entered Level 15 of a ziggurat
242609 | Zig:15   | Got a faintly glowing garnet amulet
242610 | Zig:15   | Identified the amulet of Nihilism {Reflect +Blink rElec SH+2} (You found it on level 15 of a ziggurat)
242742 | Zig:15   | Identified the +8 double sword "Ulyrywae" {flame, rN+++ Int+2 Dex-2} (You found it on level 15 of a ziggurat)
242754 | Zig:16   | Entered Level 16 of a ziggurat
242959 | Zig:16   | Identified the +2 helmet of Opref {rF++ rN+ Str-4 Stlth+} (You found it on level 16 of a ziggurat)
243017 | Zig:16   | Identified the cursed +0 cloak of a bazaar {Str+7} (You found it on level 16 of a ziggurat)
243050 | Zig:17   | Entered Level 17 of a ziggurat
243436 | Zig:18   | Entered Level 18 of a ziggurat
243436 | Zig:18   | Noticed Jiociegi the pandemonium lord
243436 | Zig:18   | Noticed Tuilak Wyrall the pandemonium lord
243436 | Zig:18   | Noticed Paeg the pandemonium lord
243436 | Zig:18   | Noticed Zayreloh the pandemonium lord
243436 | Zig:18   | Noticed Vigujysu the pandemonium lord
243436 | Zig:18   | Noticed Lemmome the pandemonium lord
243436 | Zig:18   | Noticed Qamiferch the pandemonium lord
243436 | Zig:18   | Noticed Faom the pandemonium lord
243436 | Zig:18   | Noticed Diduloiw the pandemonium lord
243436 | Zig:18   | Noticed Sannac the pandemonium lord
243436 | Zig:18   | Noticed Haalalas the pandemonium lord
243436 | Zig:18   | Noticed Zostauduobb the pandemonium lord
243436 | Zig:18   | Noticed Dudgh the pandemonium lord
243436 | Zig:18   | Noticed Jacepaen the pandemonium lord
243436 | Zig:18   | Noticed Eguqiced the pandemonium lord
243436 | Zig:18   | Noticed Gumiocaw the pandemonium lord
243436 | Zig:18   | Noticed Awkozid the pandemonium lord
243436 | Zig:18   | Noticed Nitat the pandemonium lord
243436 | Zig:18   | Noticed Copoek the pandemonium lord
243438 | Zig:18   | Noticed Hafaz the pandemonium lord
243438 | Zig:18   | Noticed Vuaffick the pandemonium lord
243438 | Zig:18   | Noticed Kaugepn the pandemonium lord
243441 | Zig:18   | Killed Awkozid the pandemonium lord
243441 | Zig:18   | Killed Haalalas the pandemonium lord
243442 | Zig:18   | Killed Gumiocaw the pandemonium lord
243443 | Zig:18   | Killed Eguqiced the pandemonium lord
243444 | Zig:18   | Noticed Tokkor the pandemonium lord
243444 | Zig:18   | Killed Dudgh the pandemonium lord
243445 | Zig:18   | Killed Sannac the pandemonium lord
243445 | Zig:18   | Killed Tuilak Wyrall the pandemonium lord
243445 | Zig:18   | Killed Copoek the pandemonium lord
243445 | Zig:18   | Killed Zostauduobb the pandemonium lord
243445 | Zig:18   | Killed Diduloiw the pandemonium lord
243446 | Zig:18   | Noticed Giosios the pandemonium lord
243447 | Zig:18   | Killed Lemmome the pandemonium lord
243448 | Zig:18   | Noticed Minwun the pandemonium lord
243448 | Zig:18   | Noticed Qimeodig the pandemonium lord
243450 | Zig:18   | Noticed Weystraurph the pandemonium lord
243450 | Zig:18   | Noticed Vecojiudgh the pandemonium lord
243450 | Zig:18   | Killed Nitat the pandemonium lord
243451 | Zig:18   | Killed Jacepaen the pandemonium lord
243451 | Zig:18   | Killed Faom the pandemonium lord
243452 | Zig:18   | Noticed Sofiocs the pandemonium lord
243454 | Zig:18   | Noticed Dujouk the pandemonium lord
243454 | Zig:18   | Killed Hafaz the pandemonium lord
243454 | Zig:18   | Killed Paeg the pandemonium lord
243455 | Zig:18   | Killed Zayreloh the pandemonium lord
243455 | Zig:18   | Killed Qamiferch the pandemonium lord
243455 | Zig:18   | Killed Jiociegi the pandemonium lord
243457 | Zig:18   | Noticed Duk Ufy the pandemonium lord
243457 | Zig:18   | Noticed Wogguech the pandemonium lord
243459 | Zig:18   | Killed Vuaffick the pandemonium lord
243459 | Zig:18   | Killed Giosios the pandemonium lord
243459 | Zig:18   | Killed Vecojiudgh the pandemonium lord
243459 | Zig:18   | Killed Kaugepn the pandemonium lord
243460 | Zig:18   | Noticed Kinethrih the pandemonium lord
243460 | Zig:18   | Killed Duk Ufy the pandemonium lord
243460 | Zig:18   | Killed Vigujysu the pandemonium lord
243461 | Zig:18   | Noticed Haiqyhell the pandemonium lord
243462 | Zig:18   | Killed Qimeodig the pandemonium lord
243464 | Zig:18   | Noticed Goec the pandemonium lord
243466 | Zig:18   | Noticed Viegeg the pandemonium lord
243466 | Zig:18   | Killed Haiqyhell the pandemonium lord
243466 | Zig:18   | Killed Minwun the pandemonium lord
243467 | Zig:18   | Killed Tokkor the pandemonium lord
243468 | Zig:18   | Killed Weystraurph the pandemonium lord
243468 | Zig:18   | Killed Goec the pandemonium lord
243469 | Zig:18   | Noticed Oreo the pandemonium lord
243469 | Zig:18   | Killed Dujouk the pandemonium lord
243469 | Zig:18   | Killed Oreo the pandemonium lord
243470 | Zig:18   | Killed Wogguech the pandemonium lord
243472 | Zig:18   | Noticed Biuclud the pandemonium lord
243472 | Zig:18   | Noticed Mautulatt the pandemonium lord
243472 | Zig:18   | Killed Kinethrih the pandemonium lord
243475 | Zig:18   | Noticed Zerud the pandemonium lord
243475 | Zig:18   | Noticed Farumot the pandemonium lord
243475 | Zig:18   | Noticed Sien the pandemonium lord
243476 | Zig:18   | Noticed Tuest the pandemonium lord
243478 | Zig:18   | Noticed Qoruihiy the pandemonium lord
243478 | Zig:18   | Killed Sien the pandemonium lord
243478 | Zig:18   | Killed Viegeg the pandemonium lord
243479 | Zig:18   | Killed Woij Xigg the pandemonium lord
243479 | Zig:18   | Killed Biuclud the pandemonium lord
243479 | Zig:18   | Killed Qoruihiy the pandemonium lord
243479 | Zig:18   | Killed Tuest the pandemonium lord
243480 | Zig:18   | Noticed Sazih the pandemonium lord
243480 | Zig:18   | Noticed Pimeisuede the pandemonium lord
243483 | Zig:18   | Noticed Uriojil the pandemonium lord
243483 | Zig:18   | Killed Sazih the pandemonium lord
243484 | Zig:18   | Noticed Urchi the pandemonium lord
243484 | Zig:18   | Noticed Toifigiq the pandemonium lord
243484 | Zig:18   | Killed Sofiocs the pandemonium lord
243484 | Zig:18   | Killed Leecwom the pandemonium lord
243485 | Zig:18   | Killed Urchi the pandemonium lord
243485 | Zig:18   | Killed Arad Enuora the pandemonium lord
243485 | Zig:18   | Killed Zerud the pandemonium lord
243486 | Zig:18   | Noticed Herchoep the pandemonium lord
243486 | Zig:18   | Noticed Isiopnyc the pandemonium lord
243487 | Zig:18   | Noticed Mekiqe the pandemonium lord
243488 | Zig:18   | Noticed Otoghoreit the pandemonium lord
243488 | Zig:18   | Noticed Festymu the pandemonium lord
243488 | Zig:18   | Noticed Puiric the pandemonium lord
243489 | Zig:18   | Noticed Wixe the pandemonium lord
243489 | Zig:18   | Noticed Xenkekustro the pandemonium lord
243489 | Zig:18   | Noticed Socikuxi the pandemonium lord
243489 | Zig:18   | Noticed Wufil the pandemonium lord
243490 | Zig:18   | Noticed Xosac the pandemonium lord
243490 | Zig:18   | Noticed Muarif the pandemonium lord
243490 | Zig:18   | Noticed Juanecrawe the pandemonium lord
243490 | Zig:18   | Killed Xosac the pandemonium lord
243490 | Zig:18   | Killed Muarif the pandemonium lord
243490 | Zig:18   | Killed Uriojil the pandemonium lord
243490 | Zig:18   | Killed Farumot the pandemonium lord
243490 | Zig:18   | Killed Odigucap the pandemonium lord
243490 | Zig:18   | Killed Isiopnyc the pandemonium lord
243491 | Zig:18   | Noticed Ahuskac the pandemonium lord
243491 | Zig:18   | Noticed Huypupaa the pandemonium lord
243491 | Zig:18   | Noticed Loin the pandemonium lord
243491 | Zig:18   | Killed Wufil the pandemonium lord
243491 | Zig:18   | Killed Zuthre Bafi the pandemonium lord
243491 | Zig:18   | Killed Xenkekustro the pandemonium lord
243491 | Zig:18   | Killed Mautulatt the pandemonium lord
243491 | Zig:18   | Killed Festymu the pandemonium lord
243492 | Zig:18   | Noticed Daehebla the pandemonium lord
243493 | Zig:18   | Noticed Xuitwurch the pandemonium lord
243493 | Zig:18   | Noticed Weibb the pandemonium lord
243493 | Zig:18   | Noticed Ymmitoe the pandemonium lord
243494 | Zig:18   | Noticed Xidghongu the pandemonium lord
243494 | Zig:18   | Killed Daehebla the pandemonium lord
243494 | Zig:18   | Killed Socikuxi the pandemonium lord
243494 | Zig:18   | Killed Kyjippav the pandemonium lord
243494 | Zig:18   | Killed Toifigiq the pandemonium lord
243494 | Zig:18   | Killed Kevvusor the pandemonium lord
243494 | Zig:18   | Killed Herchoep the pandemonium lord
243495 | Zig:18   | Noticed Boimu the pandemonium lord
243497 | Zig:18   | Noticed Wessywk the pandemonium lord
243498 | Zig:18   | Noticed Kextayfo the pandemonium lord
243499 | Zig:18   | Noticed Zuzazxif the pandemonium lord
243499 | Zig:18   | Noticed Iluklaq the pandemonium lord
243499 | Zig:18   | Killed Juanecrawe the pandemonium lord
243500 | Zig:18   | Noticed Vyhiemer the pandemonium lord
243500 | Zig:18   | Killed Boimu the pandemonium lord
243501 | Zig:18   | Noticed Zomeofuq the pandemonium lord
243501 | Zig:18   | Killed Mekiqe the pandemonium lord
243501 | Zig:18   | Killed Pimeisuede the pandemonium lord
243501 | Zig:18   | Killed Iluklaq the pandemonium lord
243503 | Zig:18   | Noticed Nooziti the pandemonium lord
243504 | Zig:18   | Killed Ahuskac the pandemonium lord
243505 | Zig:18   | Noticed Kiarr the pandemonium lord
243505 | Zig:18   | Killed Kiarr the pandemonium lord
243505 | Zig:18   | Killed Loin the pandemonium lord
243506 | Zig:18   | Noticed Heicw the pandemonium lord
243506 | Zig:18   | Noticed Yddec the pandemonium lord
243507 | Zig:18   | Killed Weibb the pandemonium lord
243507 | Zig:18   | Killed Nooziti the pandemonium lord
243507 | Zig:18   | Killed Zuzazxif the pandemonium lord
243507 | Zig:18   | Killed Xidghongu the pandemonium lord
243507 | Zig:18   | Killed Otoghoreit the pandemonium lord
243508 | Zig:18   | Noticed Wemn the pandemonium lord
243508 | Zig:18   | Noticed Jetal the pandemonium lord
243508 | Zig:18   | Killed Wixe the pandemonium lord
243509 | Zig:18   | Noticed Ytoqewi the pandemonium lord
243509 | Zig:18   | Noticed Kaptiptu the pandemonium lord
243509 | Zig:18   | Noticed Ceog the pandemonium lord
243509 | Zig:18   | Killed Ymmitoe the pandemonium lord
243509 | Zig:18   | Killed Kextayfo the pandemonium lord
243509 | Zig:18   | Killed Puiric the pandemonium lord
243510 | Zig:18   | Noticed Obeu the pandemonium lord
243510 | Zig:18   | Noticed Bonkud the pandemonium lord
243510 | Zig:18   | Noticed Berchafu the pandemonium lord
243511 | Zig:18   | Noticed Soguzut the pandemonium lord
243511 | Zig:18   | Noticed Peled the pandemonium lord
243512 | Zig:18   | Noticed Veaschab the pandemonium lord
243512 | Zig:18   | Killed Berchafu the pandemonium lord
243512 | Zig:18   | Killed Yddec the pandemonium lord
243513 | Zig:18   | Noticed Zanuu the pandemonium lord
243513 | Zig:18   | Killed Xuitwurch the pandemonium lord
243513 | Zig:18   | Killed Vyhiemer the pandemonium lord
243514 | Zig:18   | Noticed Elutoij the pandemonium lord
243515 | Zig:18   | Killed Huypupaa the pandemonium lord
243515 | Zig:18   | Killed Zomeofuq the pandemonium lord
243515 | Zig:18   | Killed Peled the pandemonium lord
243517 | Zig:18   | Noticed Neucra the pandemonium lord
243517 | Zig:18   | Noticed Baonogg the pandemonium lord
243518 | Zig:18   | Noticed Hiemir the pandemonium lord
243518 | Zig:18   | Noticed Isuefush the pandemonium lord
243518 | Zig:18   | Noticed Wokoh the pandemonium lord
243519 | Zig:18   | Noticed Goasch the pandemonium lord
243519 | Zig:18   | Noticed Hiuse the pandemonium lord
243519 | Zig:18   | Killed Hiuse the pandemonium lord
243519 | Zig:18   | Killed Neucra the pandemonium lord
243519 | Zig:18   | Killed Wessywk the pandemonium lord
243519 | Zig:18   | Killed Soguzut the pandemonium lord
243519 | Zig:18   | Killed Heicw the pandemonium lord
243519 | Zig:18   | Killed Jetal the pandemonium lord
243519 | Zig:18   | Killed Elutoij the pandemonium lord
243520 | Zig:18   | Noticed Micrir the pandemonium lord
243520 | Zig:18   | Killed Wokoh the pandemonium lord
243521 | Zig:18   | Noticed Vycoixud the pandemonium lord
243521 | Zig:18   | Noticed Emyxtuje the pandemonium lord
243521 | Zig:18   | Killed Obeu the pandemonium lord
243521 | Zig:18   | Killed Bonkud the pandemonium lord
243521 | Zig:18   | Killed Wemn the pandemonium lord
243522 | Zig:18   | Noticed Pimadurgh the pandemonium lord
243522 | Zig:18   | Killed Goasch the pandemonium lord
243522 | Zig:18   | Killed Zanuu the pandemonium lord
243522 | Zig:18   | Killed Ytoqewi the pandemonium lord
243522 | Zig:18   | Killed Kaptiptu the pandemonium lord
243522 | Zig:18   | Killed Emyxtuje the pandemonium lord
243523 | Zig:18   | Noticed Reack the pandemonium lord
243523 | Zig:18   | Killed Micrir the pandemonium lord
243523 | Zig:18   | Killed Baonogg the pandemonium lord
243523 | Zig:18   | Killed Veaschab the pandemonium lord
243524 | Zig:18   | Noticed Zasoidgh the pandemonium lord
243524 | Zig:18   | Noticed Rozapleps the pandemonium lord
243525 | Zig:18   | Noticed Uduimin the pandemonium lord
243525 | Zig:18   | Noticed Yzemiv Kyqea the pandemonium lord
243525 | Zig:18   | Noticed Marewkil the pandemonium lord
243525 | Zig:18   | Noticed Zabile the pandemonium lord
243527 | Zig:18   | Noticed Funos the pandemonium lord
243527 | Zig:18   | Killed Isuefush the pandemonium lord
243527 | Zig:18   | Killed Ceog the pandemonium lord
243530 | Zig:18   | Noticed Dag Yghesk the pandemonium lord
243531 | Zig:18   | Noticed Umoxtuoc the pandemonium lord
243531 | Zig:18   | Noticed Haow the pandemonium lord
243532 | Zig:18   | Noticed Ygiwael the pandemonium lord
243532 | Zig:18   | Killed Vycoixud the pandemonium lord
243532 | Zig:18   | Killed Funos the pandemonium lord
243532 | Zig:18   | Killed Hiemir the pandemonium lord
243533 | Zig:18   | Killed Uduimin the pandemonium lord
243533 | Zig:18   | Killed Rozapleps the pandemonium lord
243533 | Zig:18   | Killed Pimadurgh the pandemonium lord
243533 | Zig:18   | Killed Nigh the pandemonium lord
243534 | Zig:18   | Noticed Urohodumi the pandemonium lord
243534 | Zig:18   | Killed Zasoidgh the pandemonium lord
243536 | Zig:18   | Noticed Beunn the pandemonium lord
243536 | Zig:18   | Killed Marewkil the pandemonium lord
243537 | Zig:18   | Noticed Oggunt Rolo the pandemonium lord
243537 | Zig:18   | Noticed Zeleol the pandemonium lord
243538 | Zig:18   | Killed Reack the pandemonium lord
243538 | Zig:18   | Killed Umoxtuoc the pandemonium lord
243538 | Zig:18   | Killed Zabile the pandemonium lord
243539 | Zig:18   | Noticed Vausch the pandemonium lord
243539 | Zig:18   | Noticed Weffur the pandemonium lord
243540 | Zig:18   | Noticed Vorri the pandemonium lord
243540 | Zig:18   | Noticed Rogoavvi the pandemonium lord
243541 | Zig:18   | Noticed Vuahumol the pandemonium lord
243542 | Zig:18   | Noticed Huyn the pandemonium lord
243542 | Zig:18   | Noticed Ewemmime the pandemonium lord
243542 | Zig:18   | Killed Ygiwael the pandemonium lord
243543 | Zig:18   | Killed Dag Yghesk the pandemonium lord
243544 | Zig:18   | Noticed Deetolum the pandemonium lord
243544 | Zig:18   | Noticed Nietuupt the pandemonium lord
243545 | Zig:18   | Noticed Otuun Nyluo the pandemonium lord
243545 | Zig:18   | Noticed Pummied the pandemonium lord
243545 | Zig:18   | Noticed Zaatiuwa the pandemonium lord
243545 | Zig:18   | Noticed Naucoich the pandemonium lord
243545 | Zig:18   | Noticed Ocutomal the pandemonium lord
243545 | Zig:18   | Noticed Ysorayl the pandemonium lord
243545 | Zig:18   | Noticed Val Fawy the pandemonium lord
243545 | Zig:18   | Noticed Bilaos the pandemonium lord
243545 | Zig:18   | Noticed Runonuch the pandemonium lord
243545 | Zig:18   | Noticed Xuezxygi the pandemonium lord
243545 | Zig:18   | Noticed Reytsep the pandemonium lord
243546 | Zig:18   | Noticed Lirul the pandemonium lord
243546 | Zig:18   | Noticed Hagiod the pandemonium lord
243547 | Zig:18   | Noticed Muogerug the pandemonium lord
243548 | Zig:18   | Noticed Xodeud Kyreo the pandemonium lord
243549 | Zig:18   | Noticed Azacohamn the pandemonium lord
243552 | Zig:18   | Noticed Sienix Buaj the pandemonium lord
243552 | Zig:18   | Noticed Bibut the pandemonium lord
243555 | Zig:18   | Killed Ocutomal the pandemonium lord
243558 | Zig:18   | Noticed Behiec the pandemonium lord
243561 | Zig:18   | Noticed Leheingy the pandemonium lord
243562 | Zig:18   | Noticed Bies the pandemonium lord
243563 | Zig:18   | Killed Hagiod the pandemonium lord
243565 | Zig:18   | Killed Azacohamn the pandemonium lord
243565 | Zig:18   | Killed Runonuch the pandemonium lord
243566 | Zig:18   | Killed Naucoich the pandemonium lord
243566 | Zig:18   | Killed Zaatiuwa the pandemonium lord
243566 | Zig:18   | Killed Xuezxygi the pandemonium lord
243568 | Zig:18   | Noticed Cezuy the pandemonium lord
243569 | Zig:18   | Noticed Fuloa the pandemonium lord
243569 | Zig:18   | Killed Ysorayl the pandemonium lord
243570 | Zig:18   | Noticed Pocifoing the pandemonium lord
243573 | Zig:18   | Killed Leheingy the pandemonium lord
243574 | Zig:18   | Killed Lirul the pandemonium lord
243575 | Zig:18   | Killed Bilaos the pandemonium lord
243580 | Zig:18   | Noticed Vacyneos the pandemonium lord
243580 | Zig:18   | Killed Nietuupt the pandemonium lord
243580 | Zig:18   | Killed Xodeud Kyreo the pandemonium lord
243581 | Zig:18   | Killed Otuun Nyluo the pandemonium lord
243581 | Zig:18   | Killed Pocifoing the pandemonium lord
243581 | Zig:18   | Killed Behiec the pandemonium lord
243582 | Zig:18   | Killed Bies the pandemonium lord
243582 | Zig:18   | Killed Deetolum the pandemonium lord
243583 | Zig:18   | Noticed Enarufaps the pandemonium lord
243583 | Zig:18   | Killed Muogerug the pandemonium lord
243583 | Zig:18   | Killed Cezuy the pandemonium lord
243584 | Zig:18   | Noticed Butenaa the pandemonium lord
243584 | Zig:18   | Noticed Vikh the pandemonium lord
243584 | Zig:18   | Killed Bibut the pandemonium lord
243584 | Zig:18   | Killed Sienix Buaj the pandemonium lord
243584 | Zig:18   | Killed Pummied the pandemonium lord
243585 | Zig:18   | Noticed Ugisur the pandemonium lord
243588 | Zig:18   | Noticed Leezxuti the pandemonium lord
243589 | Zig:18   | Noticed Kogheska the pandemonium lord
243590 | Zig:18   | Killed Weffur the pandemonium lord
243590 | Zig:18   | Killed Reytsep the pandemonium lord
243593 | Zig:18   | Noticed Iriecur the pandemonium lord
243593 | Zig:18   | Killed Fuloa the pandemonium lord
243595 | Zig:18   | Noticed Viufuu the pandemonium lord
243597 | Zig:18   | Noticed Cazoaw the pandemonium lord
243597 | Zig:18   | Noticed Elli the pandemonium lord
243601 | Zig:18   | Noticed Houxkava the pandemonium lord
243602 | Zig:18   | Noticed Jacatsih the pandemonium lord
243602 | Zig:18   | Noticed Kowety the pandemonium lord
243602 | Zig:18   | Killed Vikh the pandemonium lord
243602 | Zig:18   | Killed Vuahumol the pandemonium lord
243603 | Zig:18   | Noticed Riliwiro the pandemonium lord
243604 | Zig:18   | Killed Ugisur the pandemonium lord
243604 | Zig:18   | Killed Enarufaps the pandemonium lord
243605 | Zig:18   | Killed Vacyneos the pandemonium lord
243606 | Zig:18   | Noticed Enluram the pandemonium lord
243606 | Zig:18   | Killed Leezxuti the pandemonium lord
243607 | Zig:18   | Killed Iriecur the pandemonium lord
243608 | Zig:18   | Noticed Gaguj the pandemonium lord
243608 | Zig:18   | Killed Kowety the pandemonium lord
243609 | Zig:18   | Killed Val Fawy the pandemonium lord
243609 | Zig:18   | Killed Vausch the pandemonium lord
243609 | Zig:18   | Killed Elli the pandemonium lord
243609 | Zig:18   | Killed Butenaa the pandemonium lord
243609 | Zig:18   | Killed Kogheska the pandemonium lord
243609 | Zig:18   | Killed Urohodumi the pandemonium lord
243609 | Zig:18   | Killed Oggunt Rolo the pandemonium lord
243610 | Zig:18   | Noticed Ociofuecw the pandemonium lord
243610 | Zig:18   | Killed Rogoavvi the pandemonium lord
243610 | Zig:18   | Killed Huyn the pandemonium lord
243610 | Zig:18   | Killed Jacatsih the pandemonium lord
243611 | Zig:18   | Noticed Boniwup the pandemonium lord
243611 | Zig:18   | Noticed Ytsa the pandemonium lord
243611 | Zig:18   | Killed Haow the pandemonium lord
243611 | Zig:18   | Killed Viufuu the pandemonium lord
243611 | Zig:18   | Killed Cazoaw the pandemonium lord
243612 | Zig:18   | Noticed Eryff the pandemonium lord
243612 | Zig:18   | Killed Riliwiro the pandemonium lord
243612 | Zig:18   | Killed Houxkava the pandemonium lord
243613 | Zig:18   | Killed Ytsa the pandemonium lord
243613 | Zig:18   | Killed Zeleol the pandemonium lord
243613 | Zig:18   | Killed Gaguj the pandemonium lord
243613 | Zig:18   | Killed Boniwup the pandemonium lord
243613 | Zig:18   | Killed Eryff the pandemonium lord
243618 | Zig:18   | Noticed Pahaff the pandemonium lord
243619 | Zig:18   | Killed Ociofuecw the pandemonium lord
243619 | Zig:18   | Killed Beunn the pandemonium lord
243620 | Zig:18   | Killed Vorri the pandemonium lord
243620 | Zig:18   | Killed Enluram the pandemonium lord
243624 | Zig:18   | Killed Pahaff the pandemonium lord
243630 | Zig:18   | Killed Yzemiv Kyqea the pandemonium lord
243631 | Zig:18   | Killed Ewemmime the pandemonium lord
243712 | Zig:18   | Got a faintly glowing brass ring
243714 | Zig:18   | Identified the ring "Ukheall" {rCorr rN+} (You found it on level 18 of a ziggurat)
243730 | Zig:18   | Got a scorched platinum ring
243731 | Zig:18   | Identified the ring of Favupsa {rCorr rElec} (You found it on level 18 of a ziggurat)
243900 | Zig:19   | Entered Level 19 of a ziggurat
244009 | Zig:19   | Identified the Volume of the Oath and Transmutation
244011 | Zig:19   | Got a smoking graven amulet
244012 | Zig:19   | Identified the amulet "Ajyom" {Faith Dex+3} (You found it on level 19 of a ziggurat)
244023 | Zig:19   | Got a steaming zirconium amulet
244024 | Zig:19   | Identified the amulet "Fiurutus" {RegenMP MR+ Stlth+} (You found it on level 19 of a ziggurat)
244036 | Zig:19   | Got a clouded bone ring
244037 | Zig:19   | Identified the ring of Finality {rN+ MP+9 Dex+5 Stlth-} (You found it on level 19 of a ziggurat)
244153 | Zig:19   | Identified The Second Course in Magic
244212 | Zig:20   | Entered Level 20 of a ziggurat
244215 | Zig:20   | Noticed Innud the pandemonium lord
244221 | Zig:20   | Noticed Tinis the pandemonium lord
244222 | Zig:20   | Noticed Kacharem the pandemonium lord
244222 | Zig:20   | Killed Kacharem the pandemonium lord
244222 | Zig:20   | Killed Kahen the pandemonium lord
244224 | Zig:20   | Noticed Ziagotow the pandemonium lord
244225 | Zig:20   | Killed Fulusme the pandemonium lord
244225 | Zig:20   | Killed Cootayps the pandemonium lord
244226 | Zig:20   | Noticed Teumag the pandemonium lord
244226 | Zig:20   | Noticed Imuunam the pandemonium lord
244226 | Zig:20   | Noticed Mel Lamm the pandemonium lord
244226 | Zig:20   | Noticed Upaoc the pandemonium lord
244227 | Zig:20   | Noticed Muufuphy the pandemonium lord
244227 | Zig:20   | Noticed Zowuic the pandemonium lord
244228 | Zig:20   | Noticed Byext the pandemonium lord
244229 | Zig:20   | Noticed Zeoceyss the pandemonium lord
244229 | Zig:20   | Noticed Oheosuda the pandemonium lord
244229 | Zig:20   | Killed Imuunam the pandemonium lord
244229 | Zig:20   | Killed Tinis the pandemonium lord
244230 | Zig:20   | Noticed Cuppasku the pandemonium lord
244230 | Zig:20   | Noticed Liphithy the pandemonium lord
244230 | Zig:20   | Noticed Jaotraed the pandemonium lord
244231 | Zig:20   | Noticed Doasur the pandemonium lord
244231 | Zig:20   | Killed Zeoceyss the pandemonium lord
244231 | Zig:20   | Killed Teumag the pandemonium lord
244231 | Zig:20   | Killed Zowuic the pandemonium lord
244231 | Zig:20   | Killed Ziagotow the pandemonium lord
244231 | Zig:20   | Killed Innud the pandemonium lord
244231 | Zig:20   | Killed Byext the pandemonium lord
244231 | Zig:20   | Killed Liphithy the pandemonium lord
244233 | Zig:20   | Noticed Zeeny the pandemonium lord
244234 | Zig:20   | Noticed Zeacle the pandemonium lord
244235 | Zig:20   | Noticed Inac Cor the pandemonium lord
244236 | Zig:20   | Noticed Veoc the pandemonium lord
244239 | Zig:20   | Killed Jaotraed the pandemonium lord
244245 | Zig:20   | Killed Veoc the pandemonium lord
244247 | Zig:20   | Noticed Foerale the pandemonium lord
244248 | Zig:20   | Noticed Toymi the pandemonium lord
244248 | Zig:20   | Noticed Ogudghud the pandemonium lord
244250 | Zig:20   | Noticed Riguof the pandemonium lord
244250 | Zig:20   | Noticed Hudifaka the pandemonium lord
244251 | Zig:20   | Noticed Ipofiu the pandemonium lord
244251 | Zig:20   | Noticed Jiyryoppa the pandemonium lord
244251 | Zig:20   | Noticed Bator the pandemonium lord
244251 | Zig:20   | Killed Cuppasku the pandemonium lord
244252 | Zig:20   | Noticed Piro the pandemonium lord
244252 | Zig:20   | Noticed Taonat the pandemonium lord
244252 | Zig:20   | Noticed Celen the pandemonium lord
244253 | Zig:20   | Noticed Olunes the pandemonium lord
244253 | Zig:20   | Killed Mel Lamm the pandemonium lord
244255 | Zig:20   | Noticed Seaseos the pandemonium lord
244255 | Zig:20   | Noticed Gituhuza the pandemonium lord
244255 | Zig:20   | Killed Inac Cor the pandemonium lord
244255 | Zig:20   | Killed Zeacle the pandemonium lord
244255 | Zig:20   | Killed Ogudghud the pandemonium lord
244256 | Zig:20   | Killed Ipofiu the pandemonium lord
244256 | Zig:20   | Killed Toymi the pandemonium lord
244256 | Zig:20   | Killed Bator the pandemonium lord
244256 | Zig:20   | Killed Muufuphy the pandemonium lord
244256 | Zig:20   | Killed Olunes the pandemonium lord
244258 | Zig:20   | Killed Zeeny the pandemonium lord
244258 | Zig:20   | Killed Riguof the pandemonium lord
244258 | Zig:20   | Killed Upaoc the pandemonium lord
244258 | Zig:20   | Killed Hudifaka the pandemonium lord
244258 | Zig:20   | Killed Taonat the pandemonium lord
244258 | Zig:20   | Killed Foerale the pandemonium lord
244259 | Zig:20   | Noticed Epesuf the pandemonium lord
244260 | Zig:20   | Killed Celen the pandemonium lord
244260 | Zig:20   | Killed Seaseos the pandemonium lord
244260 | Zig:20   | Killed Doasur the pandemonium lord
244260 | Zig:20   | Killed Piro the pandemonium lord
244261 | Zig:20   | Noticed Puis the pandemonium lord
244261 | Zig:20   | Noticed Ivadeggeg the pandemonium lord
244261 | Zig:20   | Noticed Owuar the pandemonium lord
244262 | Zig:20   | Noticed Voeg the pandemonium lord
244263 | Zig:20   | Killed Puis the pandemonium lord
244263 | Zig:20   | Killed Jiyryoppa the pandemonium lord
244264 | Zig:20   | Killed Owuar the pandemonium lord
244265 | Zig:20   | Noticed Wajiadet the pandemonium lord
244266 | Zig:20   | Noticed Nuleshyu the pandemonium lord
244267 | Zig:20   | Noticed Jedwousa the pandemonium lord
244267 | Zig:20   | Killed Voeg the pandemonium lord
244267 | Zig:20   | Killed Ivadeggeg the pandemonium lord
244268 | Zig:20   | Noticed Sebiosum the pandemonium lord
244268 | Zig:20   | Killed Wajiadet the pandemonium lord
244268 | Zig:20   | Killed Mafom the pandemonium lord
244269 | Zig:20   | Noticed Viutsi the pandemonium lord
244269 | Zig:20   | Killed Oheosuda the pandemonium lord
244269 | Zig:20   | Killed Gituhuza the pandemonium lord
244269 | Zig:20   | Killed Nuleshyu the pandemonium lord
244270 | Zig:20   | Noticed Poeczoeg the pandemonium lord
244271 | Zig:20   | Noticed Zach the pandemonium lord
244271 | Zig:20   | Killed Poeczoeg the pandemonium lord
244271 | Zig:20   | Killed Jejips the pandemonium lord
244272 | Zig:20   | Killed Kujoth the pandemonium lord
244273 | Zig:20   | Noticed Ziocanod the pandemonium lord
244273 | Zig:20   | Noticed Oceummaz the pandemonium lord
244273 | Zig:20   | Noticed Fipsutur the pandemonium lord
244274 | Zig:20   | Noticed Niteczuxt the pandemonium lord
244274 | Zig:20   | Killed Fipsutur the pandemonium lord
244276 | Zig:20   | Noticed Hutwe the pandemonium lord
244276 | Zig:20   | Noticed Lizis the pandemonium lord
244276 | Zig:20   | Noticed Luczoum the pandemonium lord
244277 | Zig:20   | Noticed Coeba the pandemonium lord
244277 | Zig:20   | Noticed Qynaom the pandemonium lord
244278 | Zig:20   | Noticed Uwoum the pandemonium lord
244278 | Zig:20   | Noticed Xugoruwo the pandemonium lord
244279 | Zig:20   | Killed Zach the pandemonium lord
244279 | Zig:20   | Killed Sebiosum the pandemonium lord
244279 | Zig:20   | Killed Oceummaz the pandemonium lord
244279 | Zig:20   | Killed Qynaom the pandemonium lord
244281 | Zig:20   | Noticed Beomum the pandemonium lord
244281 | Zig:20   | Noticed Ranit the pandemonium lord
244281 | Zig:20   | Noticed Kofole the pandemonium lord
244281 | Zig:20   | Killed Hutwe the pandemonium lord
244281 | Zig:20   | Killed Coeba the pandemonium lord
244281 | Zig:20   | Killed Luczoum the pandemonium lord
244281 | Zig:20   | Killed Jedwousa the pandemonium lord
244281 | Zig:20   | Killed Niteczuxt the pandemonium lord
244281 | Zig:20   | Killed Lizis the pandemonium lord
244281 | Zig:20   | Killed Ziocanod the pandemonium lord
244281 | Zig:20   | Killed Epesuf the pandemonium lord
244282 | Zig:20   | Noticed Ziet the pandemonium lord
244282 | Zig:20   | Killed Ziet the pandemonium lord
244283 | Zig:20   | Noticed Wejiesto the pandemonium lord
244283 | Zig:20   | Noticed Zybb the pandemonium lord
244284 | Zig:20   | Killed Uwoum the pandemonium lord
244286 | Zig:20   | Killed Ranit the pandemonium lord
244287 | Zig:20   | Noticed Wialilirph the pandemonium lord
244287 | Zig:20   | Noticed Xiaset the pandemonium lord
244287 | Zig:20   | Noticed Paicoboa the pandemonium lord
244287 | Zig:20   | Killed Xugoruwo the pandemonium lord
244287 | Zig:20   | Killed Zybb the pandemonium lord
244287 | Zig:20   | Killed Wejiesto the pandemonium lord
244287 | Zig:20   | Killed Opon the pandemonium lord
244288 | Zig:20   | Killed Beomum the pandemonium lord
244288 | Zig:20   | Killed Asuise the pandemonium lord
244289 | Zig:20   | Killed Coah the pandemonium lord
244290 | Zig:20   | Killed Xiaset the pandemonium lord
244290 | Zig:20   | Killed Voipao the pandemonium lord
244290 | Zig:20   | Killed Etheck the pandemonium lord
244291 | Zig:20   | Noticed Quana the pandemonium lord
244293 | Zig:20   | Noticed Kifef the pandemonium lord
244293 | Zig:20   | Noticed Erphu the pandemonium lord
244293 | Zig:20   | Killed Erphu the pandemonium lord
244293 | Zig:20   | Killed Viutsi the pandemonium lord
244294 | Zig:20   | Killed Quana the pandemonium lord
244294 | Zig:20   | Killed Eddom the pandemonium lord
244294 | Zig:20   | Killed Kifef the pandemonium lord
244296 | Zig:20   | Noticed Hacain the pandemonium lord
244296 | Zig:20   | Noticed Asoody the pandemonium lord
244298 | Zig:20   | Noticed Poadius the pandemonium lord
244298 | Zig:20   | Noticed Lin Wona the pandemonium lord
244298 | Zig:20   | Noticed Gaeklitz the pandemonium lord
244298 | Zig:20   | Noticed Giumassu the pandemonium lord
244299 | Zig:20   | Killed Lin Wona the pandemonium lord
244299 | Zig:20   | Killed Poadius the pandemonium lord
244299 | Zig:20   | Killed Asoody the pandemonium lord
244299 | Zig:20   | Killed Wialilirph the pandemonium lord
244299 | Zig:20   | Killed Kofole the pandemonium lord
244300 | Zig:20   | Noticed Kueretz the pandemonium lord
244300 | Zig:20   | Noticed Suitu the pandemonium lord
244300 | Zig:20   | Noticed Asaur the pandemonium lord
244300 | Zig:20   | Killed Paicoboa the pandemonium lord
244301 | Zig:20   | Noticed Ifits the pandemonium lord
244301 | Zig:20   | Killed Suitu the pandemonium lord
244301 | Zig:20   | Killed Tuilo the pandemonium lord
244301 | Zig:20   | Killed Weomm the pandemonium lord
244301 | Zig:20   | Killed Kueretz the pandemonium lord
244302 | Zig:20   | Noticed Tugrair the pandemonium lord
244303 | Zig:20   | Noticed Koocsyol the pandemonium lord
244303 | Zig:20   | Noticed Tunlil the pandemonium lord
244304 | Zig:20   | Noticed Ginajir the pandemonium lord
244304 | Zig:20   | Noticed Reuf the pandemonium lord
244304 | Zig:20   | Noticed Ynlaw the pandemonium lord
244305 | Zig:20   | Noticed Ipyolex the pandemonium lord
244305 | Zig:20   | Noticed Inirik the pandemonium lord
244305 | Zig:20   | Noticed Gecey the pandemonium lord
244306 | Zig:20   | Noticed Oqousch the pandemonium lord
244306 | Zig:20   | Killed Reuf the pandemonium lord
244307 | Zig:20   | Noticed Erchaluci the pandemonium lord
244309 | Zig:20   | Noticed Maing the pandemonium lord
244309 | Zig:20   | Noticed Tarudgh the pandemonium lord
244310 | Zig:20   | Noticed Qeeri the pandemonium lord
244313 | Zig:20   | Noticed Ereff the pandemonium lord
244313 | Zig:20   | Killed Tunlil the pandemonium lord
244313 | Zig:20   | Killed Tugrair the pandemonium lord
244314 | Zig:20   | Killed Qeeri the pandemonium lord
244314 | Zig:20   | Killed Asaur the pandemonium lord
244315 | Zig:20   | Noticed Wanar the pandemonium lord
244316 | Zig:20   | Noticed Otzasiakly the pandemonium lord
244316 | Zig:20   | Noticed Volak the pandemonium lord
244317 | Zig:20   | Noticed Jastrin the pandemonium lord
244317 | Zig:20   | Killed Hacain the pandemonium lord
244318 | Zig:20   | Noticed Plog the pandemonium lord
244318 | Zig:20   | Noticed Elloit the pandemonium lord
244319 | Zig:20   | Noticed Foubelet the pandemonium lord
244320 | Zig:20   | Killed Maing the pandemonium lord
244320 | Zig:20   | Killed Wanar the pandemonium lord
244320 | Zig:20   | Killed Ginajir the pandemonium lord
244320 | Zig:20   | Killed Gaeklitz the pandemonium lord
244321 | Zig:20   | Noticed Afiq the pandemonium lord
244321 | Zig:20   | Killed Koocsyol the pandemonium lord
244321 | Zig:20   | Killed Inirik the pandemonium lord
244323 | Zig:20   | Noticed Liwaix the pandemonium lord
244323 | Zig:20   | Noticed Karaniff the pandemonium lord
244323 | Zig:20   | Noticed Hecituiss the pandemonium lord
244326 | Zig:20   | Noticed Mouch the pandemonium lord
244328 | Zig:20   | Noticed Juxteme the pandemonium lord
244328 | Zig:20   | Killed Ereff the pandemonium lord
244328 | Zig:20   | Killed Volak the pandemonium lord
244328 | Zig:20   | Killed Giumassu the pandemonium lord
244328 | Zig:20   | Killed Erchaluci the pandemonium lord
244329 | Zig:20   | Noticed Ynwocut the pandemonium lord
244329 | Zig:20   | Noticed Siobbyky the pandemonium lord
244329 | Zig:20   | Noticed Nuruih the pandemonium lord
244329 | Zig:20   | Killed Hecituiss the pandemonium lord
244329 | Zig:20   | Killed Ifits the pandemonium lord
244329 | Zig:20   | Killed Gecey the pandemonium lord
244330 | Zig:20   | Noticed Isiat the pandemonium lord
244330 | Zig:20   | Killed Afiq the pandemonium lord
244330 | Zig:20   | Killed Otzasiakly the pandemonium lord
244330 | Zig:20   | Killed Siobbyky the pandemonium lord
244330 | Zig:20   | Killed Karaniff the pandemonium lord
244330 | Zig:20   | Killed Tarudgh the pandemonium lord
244330 | Zig:20   | Killed Elloit the pandemonium lord
244330 | Zig:20   | Killed Oqousch the pandemonium lord
244331 | Zig:20   | Killed Ynlaw the pandemonium lord
244332 | Zig:20   | Noticed Nerille the pandemonium lord
244332 | Zig:20   | Noticed Ocvirch the pandemonium lord
244332 | Zig:20   | Killed Juxteme the pandemonium lord
244334 | Zig:20   | Noticed Fux Enlusih the pandemonium lord
244334 | Zig:20   | Noticed Areucyke the pandemonium lord
244335 | Zig:20   | Noticed Noabi the pandemonium lord
244336 | Zig:20   | Noticed Oczuerph the pandemonium lord
244336 | Zig:20   | Killed Isiat the pandemonium lord
244336 | Zig:20   | Killed Nerille the pandemonium lord
244336 | Zig:20   | Killed Ipyolex the pandemonium lord
244336 | Zig:20   | Killed Ynwocut the pandemonium lord
244338 | Zig:20   | Killed Nuruih the pandemonium lord
244338 | Zig:20   | Killed Oczuerph the pandemonium lord
244339 | Zig:20   | Noticed Ruaps the pandemonium lord
244341 | Zig:20   | Noticed Seseed the pandemonium lord
244341 | Zig:20   | Noticed Umaniest the pandemonium lord
244342 | Zig:20   | Noticed Astreoqoha the pandemonium lord
244342 | Zig:20   | Killed Mouch the pandemonium lord
244342 | Zig:20   | Killed Astreoqoha the pandemonium lord
244342 | Zig:20   | Killed Lougris the pandemonium lord
244343 | Zig:20   | Noticed Vaujol the pandemonium lord
244343 | Zig:20   | Noticed Kogrepaw the pandemonium lord
244343 | Zig:20   | Noticed Daqen the pandemonium lord
244343 | Zig:20   | Noticed Kevutwy the pandemonium lord
244343 | Zig:20   | Noticed Qeyd the pandemonium lord
244343 | Zig:20   | Noticed Gauwarywn the pandemonium lord
244343 | Zig:20   | Noticed Vylee the pandemonium lord
244344 | Zig:20   | Noticed Wutuan the pandemonium lord
244344 | Zig:20   | Noticed Cudusuef the pandemonium lord
244344 | Zig:20   | Noticed Tysoloha the pandemonium lord
244344 | Zig:20   | Noticed Bifeyf the pandemonium lord
244344 | Zig:20   | Noticed Usecs the pandemonium lord
244344 | Zig:20   | Noticed Voterch the pandemonium lord
244344 | Zig:20   | Noticed Hywe the pandemonium lord
244344 | Zig:20   | Noticed Fianoa the pandemonium lord
244347 | Zig:20   | Killed Voterch the pandemonium lord
244349 | Zig:20   | Identified Further Progress in Spellweaving
244349 | Zig:20   | Killed Vaujol the pandemonium lord
244350 | Zig:20   | Noticed Tof Puoz the pandemonium lord
244350 | Zig:20   | Noticed Tusam the pandemonium lord
244350 | Zig:20   | Noticed Hakk the pandemonium lord
244350 | Zig:20   | Noticed Irum the pandemonium lord
244350 | Zig:20   | Noticed Lodukij the pandemonium lord
244350 | Zig:20   | Noticed Eskosono the pandemonium lord
244354 | Zig:20   | Noticed Paj Hyr the pandemonium lord
244354 | Zig:20   | Noticed Oshroamu the pandemonium lord
244356 | Zig:20   | Noticed Zaellica the pandemonium lord
244357 | Zig:20   | Noticed Zolo Qiest the pandemonium lord
244358 | Zig:20   | Noticed Muhanl Zoring the pandemonium lord
244359 | Zig:20   | Noticed Ruligys the pandemonium lord
244359 | Zig:20   | Killed Eskosono the pandemonium lord
244359 | Zig:20   | Killed Hakk the pandemonium lord
244360 | Zig:20   | Noticed Zeworise the pandemonium lord
244360 | Zig:20   | Killed Oshroamu the pandemonium lord
244360 | Zig:20   | Killed Muhanl Zoring the pandemonium lord
244360 | Zig:20   | Killed Tusam the pandemonium lord
244360 | Zig:20   | Killed Paj Hyr the pandemonium lord
244360 | Zig:20   | Killed Tof Puoz the pandemonium lord
244361 | Zig:20   | Noticed Joanukki the pandemonium lord
244361 | Zig:20   | Noticed Zaamuepresk the pandemonium lord
244362 | Zig:20   | Noticed Ninki the pandemonium lord
244363 | Zig:20   | Noticed Kaiq the pandemonium lord
244363 | Zig:20   | Noticed Icvus the pandemonium lord
244363 | Zig:20   | Killed Ruligys the pandemonium lord
244363 | Zig:20   | Killed Zaellica the pandemonium lord
244363 | Zig:20   | Killed Sunec the pandemonium lord
244363 | Zig:20   | Killed Kaiq the pandemonium lord
244364 | Zig:20   | Noticed Yfyhim the pandemonium lord
244364 | Zig:20   | Killed Yfyhim the pandemonium lord
244364 | Zig:20   | Killed Irum the pandemonium lord
244364 | Zig:20   | Killed Fux Enlusih the pandemonium lord
244366 | Zig:20   | Noticed Jonayz the pandemonium lord
244367 | Zig:20   | Noticed Xuegh the pandemonium lord
244368 | Zig:20   | Killed Ninki the pandemonium lord
244368 | Zig:20   | Killed Jonayz the pandemonium lord
244368 | Zig:20   | Killed Zolo Qiest the pandemonium lord
244370 | Zig:20   | Noticed Licaurch the pandemonium lord
244371 | Zig:20   | Noticed Nuyps the pandemonium lord
244371 | Zig:20   | Killed Zeworise the pandemonium lord
244371 | Zig:20   | Killed Lodukij the pandemonium lord
244372 | Zig:20   | Noticed Caost the pandemonium lord
244372 | Zig:20   | Noticed Uqoliptu the pandemonium lord
244372 | Zig:20   | Killed Icvus the pandemonium lord
244373 | Zig:20   | Noticed Dirionat the pandemonium lord
244373 | Zig:20   | Noticed Lelis the pandemonium lord
244373 | Zig:20   | Killed Liwaix the pandemonium lord
244373 | Zig:20   | Killed Xuegh the pandemonium lord
244374 | Zig:20   | Noticed Wyhid the pandemonium lord
244374 | Zig:20   | Noticed Ciosouni the pandemonium lord
244374 | Zig:20   | Killed Joanukki the pandemonium lord
244374 | Zig:20   | Killed Zaamuepresk the pandemonium lord
244374 | Zig:20   | Killed Licaurch the pandemonium lord
244374 | Zig:20   | Killed Wutuan the pandemonium lord
244377 | Zig:20   | Killed Nuyps the pandemonium lord
244378 | Zig:20   | Killed Qeyd the pandemonium lord
244379 | Zig:20   | Killed Fianoa the pandemonium lord
244381 | Zig:20   | Noticed Xaelip the pandemonium lord
244381 | Zig:20   | Killed Caost the pandemonium lord
244383 | Zig:20   | Noticed Zuosh the pandemonium lord
244384 | Zig:20   | Killed Xaelip the pandemonium lord
244384 | Zig:20   | Killed Hywe the pandemonium lord
244384 | Zig:20   | Killed Lelis the pandemonium lord
244385 | Zig:20   | Noticed Ewkewin the pandemonium lord
244385 | Zig:20   | Killed Ciosouni the pandemonium lord
244385 | Zig:20   | Killed Zuosh the pandemonium lord
244385 | Zig:20   | Killed Vylee the pandemonium lord
244386 | Zig:20   | Noticed Yptollaj the pandemonium lord
244386 | Zig:20   | Killed Wyhid the pandemonium lord
244387 | Zig:20   | Killed Usecs the pandemonium lord
244387 | Zig:20   | Killed Dirionat the pandemonium lord
244387 | Zig:20   | Killed Ewkewin the pandemonium lord
244387 | Zig:20   | Killed Uqoliptu the pandemonium lord
244390 | Zig:20   | Noticed Hiats the pandemonium lord
244391 | Zig:20   | Noticed Mixyno the pandemonium lord
244391 | Zig:20   | Killed Jastrin the pandemonium lord
244391 | Zig:20   | Killed Ruaps the pandemonium lord
244396 | Zig:20   | Killed Yptollaj the pandemonium lord
244397 | Zig:20   | Noticed Afao the pandemonium lord
244397 | Zig:20   | Killed Bifeyf the pandemonium lord
244397 | Zig:20   | Killed Afao the pandemonium lord
244397 | Zig:20   | Noticed Gywken the pandemonium lord
244398 | Zig:20   | Killed Umaniest the pandemonium lord
244398 | Zig:20   | Killed Mixyno the pandemonium lord
244398 | Zig:20   | Killed Hiats the pandemonium lord
244400 | Zig:20   | Killed Kogrepaw the pandemonium lord
244401 | Zig:20   | Killed Kevutwy the pandemonium lord
244401 | Zig:20   | Killed Daqen the pandemonium lord
244401 | Zig:20   | Killed Cudusuef the pandemonium lord
244404 | Zig:20   | Noticed Foup the pandemonium lord
244407 | Zig:20   | Killed Plog the pandemonium lord
244409 | Zig:20   | Noticed Burph the pandemonium lord
244409 | Zig:20   | Noticed Vecikkah the pandemonium lord
244409 | Zig:20   | Killed Gywken the pandemonium lord
244409 | Zig:20   | Killed Tysoloha the pandemonium lord
244414 | Zig:20   | Killed Foubelet the pandemonium lord
244416 | Zig:20   | Killed Seseed the pandemonium lord
244417 | Zig:20   | Killed Ocvirch the pandemonium lord
244417 | Zig:20   | Killed Areucyke the pandemonium lord
244417 | Zig:20   | Killed Foup the pandemonium lord
244419 | Zig:20   | Killed Gauwarywn the pandemonium lord
244421 | Zig:20   | Noticed Gun Xox the pandemonium lord
244421 | Zig:20   | Noticed Seona the pandemonium lord
244421 | Zig:20   | Killed Burph the pandemonium lord
244421 | Zig:20   | Killed Vecikkah the pandemonium lord
244423 | Zig:20   | Killed Seona the pandemonium lord
244423 | Zig:20   | Killed Ylerik the pandemonium lord
244424 | Zig:20   | Noticed Qarchont the pandemonium lord
244425 | Zig:20   | Killed Gun Xox the pandemonium lord
244427 | Zig:20   | Noticed Koss the pandemonium lord
244429 | Zig:20   | Noticed Ylegh the pandemonium lord
244429 | Zig:20   | Killed Koss the pandemonium lord
244429 | Zig:20   | Killed Qarchont the pandemonium lord
244430 | Zig:20   | Noticed Syfruyn the pandemonium lord
244431 | Zig:20   | Killed Ylegh the pandemonium lord
244435 | Zig:20   | Noticed Woplyuri the pandemonium lord
244436 | Zig:20   | Noticed Gumup Och the pandemonium lord
244436 | Zig:20   | Killed Woplyuri the pandemonium lord
244436 | Zig:20   | Killed Syfruyn the pandemonium lord
244438 | Zig:20   | Killed Gumup Och the pandemonium lord
244440 | Zig:20   | Noticed Nokalat the pandemonium lord
244442 | Zig:20   | Noticed Jadan the pandemonium lord
244442 | Zig:20   | Killed Nokalat the pandemonium lord
244444 | Zig:20   | Noticed Jarolil the pandemonium lord
244446 | Zig:20   | Killed Jarolil the pandemonium lord
244449 | Zig:20   | Noticed Xalonlo the pandemonium lord
244450 | Zig:20   | Killed Xalonlo the pandemonium lord
244450 | Zig:20   | Killed Noabi the pandemonium lord
244455 | Zig:20   | Killed Jadan the pandemonium lord
244526 | Zig:20   | Got a pitted iron ring
244528 | Zig:20   | Identified the ring "Tized" {Ice +Fly} (You found it on level 20 of a ziggurat)
244589 | Zig:20   | Identified Sif Muna's Grimoire of Doomed Protection
244857 | Zig:21   | Entered Level 21 of a ziggurat
244973 | Zig:21   | Got a vibrating pewter ring
244974 | Zig:21   | Identified the ring of Angis {-Tele rC++ Str+6 Stlth+} (You found it on level 21 of a ziggurat)
245247 | Zig:22   | Entered Level 22 of a ziggurat
245518 | Zig:22   | Got a translucent iron ring
245519 | Zig:22   | Identified the ring of Agnosticism {rElec MR++ AC+1} (You found it on level 22 of a ziggurat)
245649 | Zig:22   | Identified the cursed +0 helmet of Resourcefulness {rPois Str-5 Dex+4} (You found it on level 22 of a ziggurat)
245653 | Zig:22   | Identified the +4 broad axe "Xiongax" {speed, rElec} (You found it on level 22 of a ziggurat)
245691 | Zig:23   | Entered Level 23 of a ziggurat
245876 | Zig:23   | Got a scorched lead ring
245877 | Zig:23   | Identified the ring "Omed" {*Slow rN+ MR+++ Str+6 Dex-2} (You found it on level 23 of a ziggurat)
245884 | Zig:23   | Got a heavily runed silver ring
245886 | Zig:23   | Identified the ring "Teeqem" {*Slow rN++ AC+4 Int+4 Slay+2} (You found it on level 23 of a ziggurat)
245903 | Zig:23   | Got a serpentine silver ring
245904 | Zig:23   | Identified the ring "Dolalyho" {Wiz rF+ Dex+5 SInv Stlth+} (You found it on level 23 of a ziggurat)
245918 | Zig:23   | Got a translucent jade ring
245921 | Zig:23   | Identified the ring of Vampiric Thralls {Fire MR+} (You found it on level 23 of a ziggurat)
246152 | Zig:23   | Identified the Reference Book on Earthen Unholy Rituals
246241 | Zig:24   | Entered Level 24 of a ziggurat
246369 | Zig:24   | Got a vibrating lapis lazuli ring
246370 | Zig:24   | Identified the ring "Udotaenn" {Int+4 Dex+5 SInv} (You found it on level 24 of a ziggurat)
246372 | Zig:24   | Got a slimy zirconium amulet
246373 | Zig:24   | Identified the amulet of Iqeyn {Harm *Drain *Slow rPois rF++ rC- Stlth+} (You found it on level 24 of a ziggurat)
246378 | Zig:24   | Got a twitching iron ring
246380 | Zig:24   | Identified the ring of Ged Noez {Ice Str+8 Int-4 Dex+9 Stlth-} (You found it on level 24 of a ziggurat)
246395 | Zig:24   | Got a scintillating lead ring
246397 | Zig:24   | Identified the cursed ring of Midsummer {rF+ Dex-2 SInv} (You found it on level 24 of a ziggurat)
246607 | Zig:24   | Got a steaming crystal amulet
246608 | Zig:24   | Identified the amulet "Jaownyic" {Regen+ Int+2} (You found it on level 24 of a ziggurat)
246639 | Zig:24   | Identified the Guide on Helpful Feathers
246726 | Zig:24   | Identified the Handbook of the Quantum Volcanoes
246730 | Zig:24   | Identified the cursed +1 broad axe of Death's Door {chaos, +Inv} (You found it on level 24 of a ziggurat)
246735 | Zig:24   | Identified the +10 eveningstar "Transmigrator" {venom, rPois rC+ MR- Int+10} (You found it on level 24 of a ziggurat)
246776 | Zig:25   | Entered Level 25 of a ziggurat
246910 | Zig:25   | Got a bound jade ring
246911 | Zig:25   | Identified the cursed ring of Nalarocel {rF+ MR+ Int+2 Dex-2 SInv} (You found it on level 25 of a ziggurat)
246938 | Zig:25   | Got a translucent iron ring
246939 | Zig:25   | Identified the ring "Voiwip" {Fire Dex+4} (You found it on level 25 of a ziggurat)
246955 | Zig:25   | Got a brightly glowing lead amulet
246956 | Zig:25   | Identified the amulet "Akhaqiuf" {Gourm +Fly Dex+2} (You found it on level 25 of a ziggurat)
246960 | Zig:25   | Got a clouded golden ring
246961 | Zig:25   | Identified the ring "Uko Iludop" {rPois rF+ rC++ Int+4} (You found it on level 25 of a ziggurat)
247309 | Zig:25   | Identified the +7 broad axe of Wrongful Imprisonment {elec, +Rage rF- Int+3 Dex+4} (You found it on level 25 of a ziggurat)
247319 | Zig:26   | Entered Level 26 of a ziggurat
247322 | Zig:26   | Noticed a greater mummy
247323 | Zig:26   | Noticed a greater mummy
247323 | Zig:26   | Noticed a greater mummy
247328 | Zig:26   | Killed a greater mummy
247330 | Zig:26   | Killed a greater mummy
247330 | Zig:26   | Killed a greater mummy
247333 | Zig:26   | Noticed a greater mummy
247333 | Zig:26   | Noticed a greater mummy
247334 | Zig:26   | Noticed a greater mummy
247334 | Zig:26   | Killed a greater mummy
247334 | Zig:26   | Killed a greater mummy
247335 | Zig:26   | Killed a greater mummy
247335 | Zig:26   | Killed a greater mummy
247336 | Zig:26   | Killed a greater mummy
247338 | Zig:26   | Noticed a greater mummy
247343 | Zig:26   | Noticed a greater mummy
247346 | Zig:26   | Noticed a greater mummy
247346 | Zig:26   | Killed a greater mummy
247346 | Zig:26   | Killed a greater mummy
247347 | Zig:26   | Noticed a greater mummy
247349 | Zig:26   | Killed a greater mummy
247349 | Zig:26   | Killed a greater mummy
247350 | Zig:26   | Noticed a greater mummy
247350 | Zig:26   | Killed a greater mummy
247351 | Zig:26   | Noticed a greater mummy
247352 | Zig:26   | Noticed a greater mummy
247352 | Zig:26   | Noticed a greater mummy
247352 | Zig:26   | Killed a greater mummy
247353 | Zig:26   | Noticed a greater mummy
247353 | Zig:26   | Noticed a greater mummy
247353 | Zig:26   | Noticed a greater mummy
247354 | Zig:26   | Noticed a greater mummy
247357 | Zig:26   | Killed a greater mummy
247357 | Zig:26   | Killed a greater mummy
247357 | Zig:26   | Killed a greater mummy
247357 | Zig:26   | Killed a greater mummy
247357 | Zig:26   | Killed a greater mummy
247357 | Zig:26   | Killed a greater mummy
247358 | Zig:26   | Noticed a greater mummy
247358 | Zig:26   | Killed a greater mummy
247358 | Zig:26   | Killed a greater mummy
247359 | Zig:26   | Noticed a greater mummy
247359 | Zig:26   | Noticed a greater mummy
247360 | Zig:26   | Noticed a greater mummy
247362 | Zig:26   | Noticed a greater mummy
247362 | Zig:26   | Noticed a greater mummy
247363 | Zig:26   | Killed a greater mummy
247363 | Zig:26   | Killed a greater mummy
247364 | Zig:26   | Noticed a greater mummy
247365 | Zig:26   | Noticed a greater mummy
247367 | Zig:26   | Killed a greater mummy
247368 | Zig:26   | Killed a greater mummy
247368 | Zig:26   | Killed a greater mummy
247369 | Zig:26   | Noticed a greater mummy
247369 | Zig:26   | Killed a greater mummy
247370 | Zig:26   | Noticed a greater mummy
247370 | Zig:26   | Killed a greater mummy
247370 | Zig:26   | Killed a greater mummy
247372 | Zig:26   | Killed a greater mummy
247372 | Zig:26   | Killed a greater mummy
247374 | Zig:26   | Noticed a greater mummy
247375 | Zig:26   | Noticed a greater mummy
247376 | Zig:26   | Killed a greater mummy
247376 | Zig:26   | Killed a greater mummy
247380 | Zig:26   | Noticed a greater mummy
247380 | Zig:26   | Killed a greater mummy
247384 | Zig:26   | Noticed a greater mummy
247384 | Zig:26   | Noticed a greater mummy
247384 | Zig:26   | Noticed a greater mummy
247384 | Zig:26   | Noticed a greater mummy
247384 | Zig:26   | Killed a greater mummy
247385 | Zig:26   | Noticed a greater mummy
247386 | Zig:26   | Noticed a greater mummy
247387 | Zig:26   | Killed a greater mummy
247388 | Zig:26   | Noticed a greater mummy
247388 | Zig:26   | Noticed a greater mummy
247388 | Zig:26   | Killed a greater mummy
247388 | Zig:26   | Killed a greater mummy
247388 | Zig:26   | Killed a greater mummy
247388 | Zig:26   | Killed a greater mummy
247390 | Zig:26   | Killed a greater mummy
247390 | Zig:26   | Killed a greater mummy
247390 | Zig:26   | Killed a greater mummy
247390 | Zig:26   | Killed a greater mummy
247393 | Zig:26   | Killed a greater mummy
247396 | Zig:26   | Noticed a greater mummy
247396 | Zig:26   | Noticed a greater mummy
247397 | Zig:26   | Noticed a greater mummy
247397 | Zig:26   | Killed a greater mummy
247397 | Zig:26   | Killed a greater mummy
247398 | Zig:26   | Noticed a greater mummy
247398 | Zig:26   | Noticed a greater mummy
247398 | Zig:26   | Noticed a greater mummy
247398 | Zig:26   | Killed a greater mummy
247399 | Zig:26   | Noticed a greater mummy
247399 | Zig:26   | Noticed a greater mummy
247401 | Zig:26   | Killed a greater mummy
247401 | Zig:26   | Killed a greater mummy
247402 | Zig:26   | Killed a greater mummy
247402 | Zig:26   | Killed a greater mummy
247403 | Zig:26   | Killed a greater mummy
247404 | Zig:26   | Killed a greater mummy
247405 | Zig:26   | Noticed a greater mummy
247405 | Zig:26   | Noticed a greater mummy
247406 | Zig:26   | Noticed a greater mummy
247407 | Zig:26   | Noticed a greater mummy
247407 | Zig:26   | Noticed a greater mummy
247407 | Zig:26   | Killed a greater mummy
247408 | Zig:26   | Noticed a greater mummy
247408 | Zig:26   | Noticed a greater mummy
247408 | Zig:26   | Killed a greater mummy
247409 | Zig:26   | Killed a greater mummy
247409 | Zig:26   | Killed a greater mummy
247409 | Zig:26   | Killed a greater mummy
247409 | Zig:26   | Killed a greater mummy
247409 | Zig:26   | Killed a greater mummy
247409 | Zig:26   | Killed a greater mummy
247411 | Zig:26   | Noticed a greater mummy
247411 | Zig:26   | Killed a greater mummy
247414 | Zig:26   | Noticed a greater mummy
247415 | Zig:26   | Killed a greater mummy
247415 | Zig:26   | Killed a greater mummy
247417 | Zig:26   | Killed a greater mummy
247423 | Zig:26   | Noticed a greater mummy
247423 | Zig:26   | Killed a greater mummy
247426 | Zig:26   | Noticed a greater mummy
247427 | Zig:26   | Noticed a greater mummy
247427 | Zig:26   | Killed a greater mummy
247428 | Zig:26   | Killed a greater mummy
247436 | Zig:26   | Noticed a greater mummy
247436 | Zig:26   | Killed a greater mummy
247438 | Zig:26   | Killed a greater mummy
247442 | Zig:26   | Noticed a greater mummy
247442 | Zig:26   | Killed a greater mummy
247444 | Zig:26   | Killed a greater mummy
247445 | Zig:26   | Noticed a greater mummy
247445 | Zig:26   | Noticed a greater mummy
247446 | Zig:26   | Killed a greater mummy
247447 | Zig:26   | Killed a greater mummy
247450 | Zig:26   | Killed a greater mummy
247455 | Zig:26   | Noticed a greater mummy
247456 | Zig:26   | Killed a greater mummy
247457 | Zig:26   | Noticed a greater mummy
247457 | Zig:26   | Noticed a greater mummy
247457 | Zig:26   | Killed a greater mummy
247458 | Zig:26   | Killed a greater mummy
247458 | Zig:26   | Killed a greater mummy
247465 | Zig:26   | Noticed a greater mummy
247465 | Zig:26   | Killed a greater mummy
247472 | Zig:26   | Noticed a greater mummy
247473 | Zig:26   | Noticed a greater mummy
247473 | Zig:26   | Killed a greater mummy
247473 | Zig:26   | Killed a greater mummy
247474 | Zig:26   | Noticed a greater mummy
247475 | Zig:26   | Noticed a greater mummy
247476 | Zig:26   | Killed a greater mummy
247476 | Zig:26   | Killed a greater mummy
247479 | Zig:26   | Noticed a greater mummy
247480 | Zig:26   | Noticed a greater mummy
247480 | Zig:26   | Killed a greater mummy
247481 | Zig:26   | Noticed a greater mummy
247481 | Zig:26   | Killed a greater mummy
247481 | Zig:26   | Killed a greater mummy
247481 | Zig:26   | Killed a greater mummy
247484 | Zig:26   | Noticed a greater mummy
247485 | Zig:26   | Killed a greater mummy
247486 | Zig:26   | Noticed a greater mummy
247487 | Zig:26   | Killed a greater mummy
247493 | Zig:26   | Noticed a greater mummy
247493 | Zig:26   | Killed a greater mummy
247493 | Zig:26   | Killed a greater mummy
247497 | Zig:26   | Noticed a greater mummy
247497 | Zig:26   | Killed a greater mummy
247499 | Zig:26   | Killed a greater mummy
247501 | Zig:26   | Noticed a greater mummy
247502 | Zig:26   | Noticed a greater mummy
247503 | Zig:26   | Killed a greater mummy
247505 | Zig:26   | Killed a greater mummy
247521 | Zig:26   | Noticed a greater mummy
247522 | Zig:26   | Killed a greater mummy
247527 | Zig:26   | Killed a greater mummy
247530 | Zig:26   | Noticed a greater mummy
247530 | Zig:26   | Killed a greater mummy
247534 | Zig:26   | Noticed a greater mummy
247534 | Zig:26   | Noticed a greater mummy
247541 | Zig:26   | Killed a greater mummy
247542 | Zig:26   | Killed a greater mummy
247594 | Zig:26   | Got a bound lapis lazuli ring
247596 | Zig:26   | Identified the ring "Rov Weino" {*Drain rElec Str+5 Stlth-} (You found it on level 26 of a ziggurat)
247601 | Zig:26   | Got a clouded granite ring
247602 | Zig:26   | Identified the ring "Zici" {rC- MR+ MP+9 Int+3} (You found it on level 26 of a ziggurat)
247624 | Zig:26   | Got a warped platinum ring
247625 | Zig:26   | Identified the ring of the Assorted Lies {rPois Str-3 Int+2 Stlth-} (You found it on level 26 of a ziggurat)
247633 | Zig:26   | Got an ancient golden ring
247634 | Zig:26   | Identified the ring of Kyeloate {rF+ rC+ Slay+6} (You found it on level 26 of a ziggurat)
247718 | Zig:26   | Identified the +1 helmet of the Old World {rCorr Stlth+} (You found it on level 26 of a ziggurat)
247729 | Zig:27   | Entered Level 27 of a ziggurat
247735 | Zig:27   | Noticed an ancient lich
247736 | Zig:27   | Noticed an ancient lich
247736 | Zig:27   | Noticed an ancient lich
247736 | Zig:27   | Noticed an ancient lich
247736 | Zig:27   | Noticed an ancient lich
247737 | Zig:27   | Noticed an ancient lich
247737 | Zig:27   | Noticed an ancient lich
247738 | Zig:27   | Noticed an ancient lich
247738 | Zig:27   | Noticed an ancient lich
247738 | Zig:27   | Noticed an ancient lich
247738 | Zig:27   | Noticed an ancient lich
247739 | Zig:27   | Noticed an ancient lich
247740 | Zig:27   | Noticed an ancient lich
247741 | Zig:27   | Noticed an ancient lich
247747 | Zig:27   | Noticed an ancient lich
247747 | Zig:27   | Noticed an ancient lich
247750 | Zig:27   | Killed an ancient lich
247750 | Zig:27   | Killed an ancient lich
247750 | Zig:27   | Killed an ancient lich
247751 | Zig:27   | Noticed an ancient lich
247751 | Zig:27   | Noticed an ancient lich
247751 | Zig:27   | Noticed an ancient lich
247751 | Zig:27   | Killed an ancient lich
247751 | Zig:27   | Killed an ancient lich
247751 | Zig:27   | Killed an ancient lich
247751 | Zig:27   | Killed an ancient lich
247751 | Zig:27   | Killed an ancient lich
247751 | Zig:27   | Killed an ancient lich
247751 | Zig:27   | Killed an ancient lich
247751 | Zig:27   | Killed an ancient lich
247752 | Zig:27   | Noticed an ancient lich
247752 | Zig:27   | Noticed an ancient lich
247752 | Zig:27   | Noticed an ancient lich
247752 | Zig:27   | Noticed an ancient lich
247752 | Zig:27   | Noticed an ancient lich
247752 | Zig:27   | Noticed an ancient lich
247752 | Zig:27   | Noticed an ancient lich
247752 | Zig:27   | Killed an ancient lich
247752 | Zig:27   | Killed an ancient lich
247753 | Zig:27   | Noticed an ancient lich
247753 | Zig:27   | Noticed an ancient lich
247753 | Zig:27   | Noticed an ancient lich
247753 | Zig:27   | Noticed an ancient lich
247753 | Zig:27   | Noticed an ancient lich
247753 | Zig:27   | Killed an ancient lich
247753 | Zig:27   | Killed an ancient lich
247753 | Zig:27   | Killed an ancient lich
247753 | Zig:27   | Killed an ancient lich
247754 | Zig:27   | Noticed an ancient lich
247754 | Zig:27   | Noticed an ancient lich
247754 | Zig:27   | Noticed an ancient lich
247754 | Zig:27   | Noticed an ancient lich
247754 | Zig:27   | Noticed an ancient lich
247755 | Zig:27   | Noticed an ancient lich
247755 | Zig:27   | Noticed an ancient lich
247755 | Zig:27   | Noticed an ancient lich
247755 | Zig:27   | Noticed an ancient lich
247755 | Zig:27   | Noticed an ancient lich
247756 | Zig:27   | Noticed an ancient lich
247756 | Zig:27   | Noticed an ancient lich
247756 | Zig:27   | Noticed an ancient lich
247756 | Zig:27   | Noticed an ancient lich
247756 | Zig:27   | Noticed an ancient lich
247756 | Zig:27   | Noticed an ancient lich
247756 | Zig:27   | Noticed an ancient lich
247756 | Zig:27   | Noticed an ancient lich
247757 | Zig:27   | Noticed an ancient lich
247757 | Zig:27   | Noticed an ancient lich
247757 | Zig:27   | Noticed an ancient lich
247758 | Zig:27   | Noticed an ancient lich
247759 | Zig:27   | Noticed an ancient lich
247759 | Zig:27   | Killed an ancient lich
247759 | Zig:27   | Killed an ancient lich
247759 | Zig:27   | Killed an ancient lich
247760 | Zig:27   | Noticed an ancient lich
247760 | Zig:27   | Killed an ancient lich
247760 | Zig:27   | Killed an ancient lich
247760 | Zig:27   | Killed an ancient lich
247761 | Zig:27   | Killed an ancient lich
247761 | Zig:27   | Killed an ancient lich
247761 | Zig:27   | Killed an ancient lich
247762 | Zig:27   | Killed an ancient lich
247762 | Zig:27   | Killed an ancient lich
247762 | Zig:27   | Killed an ancient lich
247763 | Zig:27   | Noticed an ancient lich
247763 | Zig:27   | Noticed an ancient lich
247763 | Zig:27   | Noticed an ancient lich
247763 | Zig:27   | Noticed an ancient lich
247763 | Zig:27   | Noticed an ancient lich
247763 | Zig:27   | Noticed an ancient lich
247763 | Zig:27   | Noticed an ancient lich
247763 | Zig:27   | Killed an ancient lich
247763 | Zig:27   | Killed an ancient lich
247763 | Zig:27   | Killed an ancient lich
247763 | Zig:27   | Killed an ancient lich
247763 | Zig:27   | Killed an ancient lich
247763 | Zig:27   | Killed an ancient lich
247763 | Zig:27   | Killed an ancient lich
247763 | Zig:27   | Killed an ancient lich
247764 | Zig:27   | Noticed an ancient lich
247764 | Zig:27   | Noticed an ancient lich
247764 | Zig:27   | Killed an ancient lich
247764 | Zig:27   | Killed an ancient lich
247764 | Zig:27   | Killed an ancient lich
247764 | Zig:27   | Killed an ancient lich
247764 | Zig:27   | Killed an ancient lich
247764 | Zig:27   | Killed an ancient lich
247765 | Zig:27   | Noticed an ancient lich
247765 | Zig:27   | Noticed an ancient lich
247765 | Zig:27   | Noticed an ancient lich
247765 | Zig:27   | Noticed an ancient lich
247765 | Zig:27   | Noticed an ancient lich
247765 | Zig:27   | Noticed an ancient lich
247765 | Zig:27   | Noticed an ancient lich
247765 | Zig:27   | Noticed an ancient lich
247765 | Zig:27   | Killed an ancient lich
247765 | Zig:27   | Killed an ancient lich
247765 | Zig:27   | Killed an ancient lich
247765 | Zig:27   | Killed an ancient lich
247765 | Zig:27   | Killed an ancient lich
247765 | Zig:27   | Killed an ancient lich
247765 | Zig:27   | Killed an ancient lich
247765 | Zig:27   | Killed an ancient lich
247765 | Zig:27   | Killed an ancient lich
247766 | Zig:27   | Noticed an ancient lich
247766 | Zig:27   | Noticed an ancient lich
247766 | Zig:27   | Noticed an ancient lich
247766 | Zig:27   | Noticed an ancient lich
247766 | Zig:27   | Noticed an ancient lich
247766 | Zig:27   | Noticed an ancient lich
247766 | Zig:27   | Noticed an ancient lich
247766 | Zig:27   | Noticed an ancient lich
247766 | Zig:27   | Noticed an ancient lich
247766 | Zig:27   | Noticed an ancient lich
247766 | Zig:27   | Noticed an ancient lich
247766 | Zig:27   | Killed an ancient lich
247766 | Zig:27   | Killed an ancient lich
247766 | Zig:27   | Killed an ancient lich
247767 | Zig:27   | Noticed an ancient lich
247767 | Zig:27   | Noticed an ancient lich
247767 | Zig:27   | Noticed an ancient lich
247767 | Zig:27   | Noticed an ancient lich
247767 | Zig:27   | Noticed an ancient lich
247767 | Zig:27   | Noticed an ancient lich
247768 | Zig:27   | Noticed an ancient lich
247768 | Zig:27   | Noticed an ancient lich
247768 | Zig:27   | Noticed an ancient lich
247768 | Zig:27   | Noticed an ancient lich
247768 | Zig:27   | Noticed an ancient lich
247768 | Zig:27   | Noticed an ancient lich
247768 | Zig:27   | Noticed an ancient lich
247768 | Zig:27   | Noticed an ancient lich
247768 | Zig:27   | Noticed an ancient lich
247768 | Zig:27   | Noticed an ancient lich
247768 | Zig:27   | Noticed an ancient lich
247768 | Zig:27   | Noticed an ancient lich
247768 | Zig:27   | Noticed an ancient lich
247768 | Zig:27   | Noticed an ancient lich
247769 | Zig:27   | Noticed an ancient lich
247769 | Zig:27   | Noticed an ancient lich
247769 | Zig:27   | Noticed an ancient lich
247769 | Zig:27   | Noticed an ancient lich
247769 | Zig:27   | Noticed an ancient lich
247769 | Zig:27   | Noticed an ancient lich
247771 | Zig:27   | Noticed an ancient lich
247771 | Zig:27   | Noticed an ancient lich
247771 | Zig:27   | Noticed an ancient lich
247771 | Zig:27   | Noticed an ancient lich
247771 | Zig:27   | Noticed an ancient lich
247771 | Zig:27   | Killed an ancient lich
247772 | Zig:27   | Killed an ancient lich
247772 | Zig:27   | Killed an ancient lich
247772 | Zig:27   | Killed an ancient lich
247773 | Zig:27   | Noticed an ancient lich
247773 | Zig:27   | Noticed an ancient lich
247773 | Zig:27   | Killed an ancient lich
247773 | Zig:27   | Killed an ancient lich
247773 | Zig:27   | Killed an ancient lich
247773 | Zig:27   | Killed an ancient lich
247774 | Zig:27   | Noticed an ancient lich
247774 | Zig:27   | Noticed an ancient lich
247774 | Zig:27   | Noticed an ancient lich
247774 | Zig:27   | Killed an ancient lich
247774 | Zig:27   | Killed an ancient lich
247774 | Zig:27   | Killed an ancient lich
247774 | Zig:27   | Killed an ancient lich
247774 | Zig:27   | Killed an ancient lich
247774 | Zig:27   | Killed an ancient lich
247774 | Zig:27   | Killed an ancient lich
247774 | Zig:27   | Killed an ancient lich
247774 | Zig:27   | Killed an ancient lich
247774 | Zig:27   | Killed an ancient lich
247775 | Zig:27   | Noticed an ancient lich
247775 | Zig:27   | Noticed an ancient lich
247775 | Zig:27   | Noticed an ancient lich
247775 | Zig:27   | Noticed an ancient lich
247775 | Zig:27   | Killed an ancient lich
247775 | Zig:27   | Killed an ancient lich
247775 | Zig:27   | Killed an ancient lich
247775 | Zig:27   | Killed an ancient lich
247775 | Zig:27   | Killed an ancient lich
247775 | Zig:27   | Killed an ancient lich
247776 | Zig:27   | Killed an ancient lich
247776 | Zig:27   | Killed an ancient lich
247776 | Zig:27   | Killed an ancient lich
247776 | Zig:27   | Killed an ancient lich
247776 | Zig:27   | Killed an ancient lich
247776 | Zig:27   | Killed an ancient lich
247776 | Zig:27   | Killed an ancient lich
247776 | Zig:27   | Killed an ancient lich
247776 | Zig:27   | Killed an ancient lich
247776 | Zig:27   | Killed an ancient lich
247776 | Zig:27   | Killed an ancient lich
247776 | Zig:27   | Killed an ancient lich
247776 | Zig:27   | Killed an ancient lich
247776 | Zig:27   | Killed an ancient lich
247776 | Zig:27   | Killed an ancient lich
247777 | Zig:27   | Noticed an ancient lich
247777 | Zig:27   | Noticed an ancient lich
247777 | Zig:27   | Noticed an ancient lich
247777 | Zig:27   | Noticed an ancient lich
247777 | Zig:27   | Noticed an ancient lich
247777 | Zig:27   | Noticed an ancient lich
247777 | Zig:27   | Killed an ancient lich
247777 | Zig:27   | Killed an ancient lich
247777 | Zig:27   | Killed an ancient lich
247777 | Zig:27   | Killed an ancient lich
247777 | Zig:27   | Killed an ancient lich
247777 | Zig:27   | Killed an ancient lich
247777 | Zig:27   | Killed an ancient lich
247778 | Zig:27   | Noticed an ancient lich
247778 | Zig:27   | Killed an ancient lich
247779 | Zig:27   | Noticed an ancient lich
247779 | Zig:27   | Killed an ancient lich
247780 | Zig:27   | Noticed an ancient lich
247781 | Zig:27   | Killed an ancient lich
247781 | Zig:27   | Killed an ancient lich
247781 | Zig:27   | Killed an ancient lich
247781 | Zig:27   | Killed an ancient lich
247781 | Zig:27   | Killed an ancient lich
247781 | Zig:27   | Killed an ancient lich
247782 | Zig:27   | Noticed an ancient lich
247782 | Zig:27   | Noticed an ancient lich
247782 | Zig:27   | Noticed an ancient lich
247782 | Zig:27   | Noticed an ancient lich
247782 | Zig:27   | Killed an ancient lich
247782 | Zig:27   | Killed an ancient lich
247782 | Zig:27   | Killed an ancient lich
247783 | Zig:27   | Killed an ancient lich
247784 | Zig:27   | Noticed an ancient lich
247784 | Zig:27   | Noticed an ancient lich
247784 | Zig:27   | Killed an ancient lich
247784 | Zig:27   | Killed an ancient lich
247784 | Zig:27   | Killed an ancient lich
247784 | Zig:27   | Killed an ancient lich
247784 | Zig:27   | Killed an ancient lich
247784 | Zig:27   | Killed an ancient lich
247784 | Zig:27   | Killed an ancient lich
247784 | Zig:27   | Killed an ancient lich
247785 | Zig:27   | Noticed an ancient lich
247785 | Zig:27   | Killed an ancient lich
247785 | Zig:27   | Killed an ancient lich
247785 | Zig:27   | Killed an ancient lich
247785 | Zig:27   | Killed an ancient lich
247786 | Zig:27   | Killed an ancient lich
247786 | Zig:27   | Killed an ancient lich
247787 | Zig:27   | Noticed an ancient lich
247787 | Zig:27   | Noticed an ancient lich
247787 | Zig:27   | Noticed an ancient lich
247787 | Zig:27   | Killed an ancient lich
247787 | Zig:27   | Killed an ancient lich
247787 | Zig:27   | Killed an ancient lich
247788 | Zig:27   | Killed an ancient lich
247789 | Zig:27   | Noticed an ancient lich
247794 | Zig:27   | Killed an ancient lich
247794 | Zig:27   | Killed an ancient lich
247795 | Zig:27   | Paralysed by a floating eye for 3 turns
247796 | Zig:27   | Killed an ancient lich
247796 | Zig:27   | Killed an ancient lich
247796 | Zig:27   | Killed an ancient lich
247796 | Zig:27   | Killed an ancient lich
247797 | Zig:27   | Killed an ancient lich
247797 | Zig:27   | Killed an ancient lich
247798 | Zig:27   | Killed an ancient lich
247798 | Zig:27   | Killed an ancient lich
247798 | Zig:27   | Killed an ancient lich
247799 | Zig:27   | Killed an ancient lich
247835 | Zig:27   | Got a twitching marble ring
247837 | Zig:27   | Identified the ring of Loucw {rN+ MP+9 Str-2 Int+6} (You found it on level 27 of a ziggurat)
247859 | Zig:27   | Got a heavily runed crystal amulet
247860 | Zig:27   | Identified the amulet of the Lost Places {-Tele +Rage rN++} (You found it on level 27 of a ziggurat)
247865 | Zig:27   | Got a coiled lapis lazuli ring
247866 | Zig:27   | Identified the ring "Tyqyloy" {EV+5 Int+2 Dex+3} (You found it on level 27 of a ziggurat)
247872 | Zig:27   | Got a faintly glowing tin ring
247873 | Zig:27   | Identified the ring "Lysch" {Ice rN+ Str-5 Int+4 SInv} (You found it on level 27 of a ziggurat)
248011 | Zig:27   | Got a bound wooden ring
248012 | Zig:27   | Identified the ring of Fragile Peace {Ice rN+ MR+ Dex+4} (You found it on level 27 of a ziggurat)
248050 | Zig:27   | Identified the Compendium of Displacement and the Birds
248230 | Depths:2 | Identified the +2 cloak of the Crown {Str+5} (You acquired it on level 2 of the Depths)
248231 | Depths:2 | Identified the +0 cloak of Spite {rPois rF+ MR-} (You acquired it on level 2 of the Depths)
248252 | Depths:2 | Learned a level 9 spell: Shatter
259799 | D:11     | Bought the +7 Kryia's mail coat {DeviceHeal*2 rC+} for 1855 gold pieces
261914 | Zig:1    | Entered Level 1 of a ziggurat
261968 | Zig:2    | Entered Level 2 of a ziggurat
261970 | Zig:2    | Noticed a juggernaut
261970 | Zig:2    | Noticed a juggernaut
261970 | Zig:2    | Noticed a juggernaut
261973 | Zig:2    | Killed a juggernaut
261973 | Zig:2    | Killed a juggernaut
261973 | Zig:2    | Killed a juggernaut
262040 | Zig:3    | Entered Level 3 of a ziggurat
262226 | Zig:4    | Entered Level 4 of a ziggurat
262309 | Zig:5    | Entered Level 5 of a ziggurat
262380 | Zig:6    | Entered Level 6 of a ziggurat
262416 | Zig:6    | Killed a starcursed mass
262554 | Zig:6    | Identified the cursed +0 helmet of Anarchy {rN+ MR+} (You found it on level 6 of a ziggurat)
262572 | Zig:7    | Entered Level 7 of a ziggurat
262722 | Zig:8    | Entered Level 8 of a ziggurat
262779 | Zig:8    | Identified the Incunabulum of Unholy Ice
262814 | Zig:8    | Identified the Almanac of Enhancements and the Volcanoes
262827 | Zig:9    | Entered Level 9 of a ziggurat
262918 | Zig:9    | Got an ancient marble ring
262920 | Zig:9    | Identified the cursed ring "Diutusif" {rN+ Str-2 Int+3 Dex+4} (You found it on level 9 of a ziggurat)
263013 | Zig:10   | Entered Level 10 of a ziggurat
263085 | Zig:10   | Got a flickering bronze ring
263087 | Zig:10   | Identified the ring of Jomovel {rF++ EV+3 Int-4 Dex+3 Stlth+} (You found it on level 10 of a ziggurat)
263177 | Zig:11   | Entered Level 11 of a ziggurat
263317 | Zig:11   | Identified the Incunabulum of the Turtledove
263330 | Zig:12   | Entered Level 12 of a ziggurat
263495 | Zig:13   | Entered Level 13 of a ziggurat
263495 | Zig:13   | Noticed a juggernaut
263495 | Zig:13   | Noticed a juggernaut
263495 | Zig:13   | Noticed a juggernaut
263495 | Zig:13   | Noticed a juggernaut
263495 | Zig:13   | Noticed a juggernaut
263495 | Zig:13   | Noticed a juggernaut
263495 | Zig:13   | Noticed a juggernaut
263498 | Zig:13   | Noticed a juggernaut
263498 | Zig:13   | Noticed a juggernaut
263498 | Zig:13   | Noticed a juggernaut
263501 | Zig:13   | Killed a juggernaut
263501 | Zig:13   | Killed a juggernaut
263501 | Zig:13   | Killed a juggernaut
263501 | Zig:13   | Killed a juggernaut
263501 | Zig:13   | Killed a juggernaut
263501 | Zig:13   | Killed a juggernaut
263501 | Zig:13   | Killed a juggernaut
263502 | Zig:13   | Noticed a juggernaut
263502 | Zig:13   | Noticed a juggernaut
263502 | Zig:13   | Noticed a juggernaut
263503 | Zig:13   | Noticed a juggernaut
263503 | Zig:13   | Noticed a juggernaut
263504 | Zig:13   | Noticed a juggernaut
263505 | Zig:13   | Noticed a juggernaut
263505 | Zig:13   | Killed a juggernaut
263505 | Zig:13   | Killed a juggernaut
263505 | Zig:13   | Killed a juggernaut
263506 | Zig:13   | Noticed a juggernaut
263506 | Zig:13   | Noticed a juggernaut
263506 | Zig:13   | Noticed a juggernaut
263510 | Zig:13   | Killed a juggernaut
263510 | Zig:13   | Killed a juggernaut
263510 | Zig:13   | Killed a juggernaut
263510 | Zig:13   | Killed a juggernaut
263510 | Zig:13   | Killed a juggernaut
263510 | Zig:13   | Killed a juggernaut
263511 | Zig:13   | Noticed a juggernaut
263511 | Zig:13   | Noticed a juggernaut
263512 | Zig:13   | Noticed a juggernaut
263512 | Zig:13   | Noticed a juggernaut
263515 | Zig:13   | Noticed a juggernaut
263516 | Zig:13   | Noticed a juggernaut
263517 | Zig:13   | Killed a juggernaut
263517 | Zig:13   | Killed a juggernaut
263517 | Zig:13   | Killed a juggernaut
263517 | Zig:13   | Killed a juggernaut
263517 | Zig:13   | Killed a juggernaut
263517 | Zig:13   | Killed a juggernaut
263517 | Zig:13   | Killed a juggernaut
263517 | Zig:13   | Killed a juggernaut
263518 | Zig:13   | Noticed a juggernaut
263521 | Zig:13   | Noticed a juggernaut
263521 | Zig:13   | Noticed a juggernaut
263522 | Zig:13   | Noticed a juggernaut
263526 | Zig:13   | Noticed a juggernaut
263530 | Zig:13   | Killed a juggernaut
263530 | Zig:13   | Killed a juggernaut
263530 | Zig:13   | Killed a juggernaut
263530 | Zig:13   | Killed a juggernaut
263530 | Zig:13   | Killed a juggernaut
263530 | Zig:13   | Killed a juggernaut
263530 | Zig:13   | Killed a juggernaut
263531 | Zig:13   | Noticed a juggernaut
263532 | Zig:13   | Noticed a juggernaut
263533 | Zig:13   | Noticed a juggernaut
263533 | Zig:13   | Noticed a juggernaut
263537 | Zig:13   | Killed a juggernaut
263537 | Zig:13   | Killed a juggernaut
263537 | Zig:13   | Killed a juggernaut
263537 | Zig:13   | Killed a juggernaut
263539 | Zig:13   | Noticed a juggernaut
263558 | Zig:13   | Killed a juggernaut
263569 | Zig:13   | Got a clouded ivory ring
263571 | Zig:13   | Identified the ring "Neduggel" {rC- rN+++ Str+3 Int+2 Stlth+} (You found it on level 13 of a ziggurat)
263588 | Zig:13   | Got a steaming bone amulet
263589 | Zig:13   | Identified the amulet of Couth {+Rage Int+2} (You found it on level 13 of a ziggurat)
263594 | Zig:13   | Got a translucent bone amulet
263595 | Zig:13   | Identified the amulet of Vudew {Gourm Dex+2} (You found it on level 13 of a ziggurat)
263603 | Zig:13   | Got a twitching brass ring
263604 | Zig:13   | Identified the cursed ring of Nedd {*Slow rPois MP+9 EV-3 Str+3} (You found it on level 13 of a ziggurat)
263761 | Zig:13   | Identified the Incunabulum of Hexes
263800 | Zig:14   | Entered Level 14 of a ziggurat
263800 | Zig:14   | Noticed an ancient lich
263800 | Zig:14   | Noticed an ancient lich
263800 | Zig:14   | Noticed an ancient lich
263800 | Zig:14   | Noticed an ancient lich
263800 | Zig:14   | Noticed an ancient lich
263800 | Zig:14   | Noticed an ancient lich
263800 | Zig:14   | Noticed an ancient lich
263800 | Zig:14   | Noticed an ancient lich
263800 | Zig:14   | Noticed an ancient lich
263800 | Zig:14   | Noticed an ancient lich
263801 | Zig:14   | Killed an ancient lich
263801 | Zig:14   | Killed an ancient lich
263802 | Zig:14   | Noticed an ancient lich
263802 | Zig:14   | Noticed an ancient lich
263802 | Zig:14   | Killed an ancient lich
263802 | Zig:14   | Killed an ancient lich
263802 | Zig:14   | Killed an ancient lich
263802 | Zig:14   | Killed an ancient lich
263802 | Zig:14   | Killed an ancient lich
263802 | Zig:14   | Killed an ancient lich
263802 | Zig:14   | Killed an ancient lich
263802 | Zig:14   | Killed an ancient lich
263803 | Zig:14   | Noticed an ancient lich
263803 | Zig:14   | Noticed an ancient lich
263803 | Zig:14   | Noticed an ancient lich
263804 | Zig:14   | Killed an ancient lich
263804 | Zig:14   | Killed an ancient lich
263804 | Zig:14   | Killed an ancient lich
263804 | Zig:14   | Killed an ancient lich
263805 | Zig:14   | Noticed an ancient lich
263805 | Zig:14   | Noticed an ancient lich
263805 | Zig:14   | Noticed an ancient lich
263805 | Zig:14   | Noticed an ancient lich
263805 | Zig:14   | Killed an ancient lich
263805 | Zig:14   | Killed an ancient lich
263805 | Zig:14   | Killed an ancient lich
263806 | Zig:14   | Noticed an ancient lich
263808 | Zig:14   | Killed an ancient lich
263808 | Zig:14   | Killed an ancient lich
263809 | Zig:14   | Noticed an ancient lich
263809 | Zig:14   | Noticed an ancient lich
263809 | Zig:14   | Killed an ancient lich
263809 | Zig:14   | Killed an ancient lich
263810 | Zig:14   | Killed an ancient lich
263814 | Zig:14   | Noticed an ancient lich
263815 | Zig:14   | Noticed an ancient lich
263815 | Zig:14   | Noticed an ancient lich
263815 | Zig:14   | Killed an ancient lich
263815 | Zig:14   | Killed an ancient lich
263816 | Zig:14   | Noticed an ancient lich
263816 | Zig:14   | Noticed an ancient lich
263816 | Zig:14   | Noticed an ancient lich
263816 | Zig:14   | Noticed an ancient lich
263817 | Zig:14   | Noticed an ancient lich
263817 | Zig:14   | Noticed an ancient lich
263818 | Zig:14   | Noticed an ancient lich
263818 | Zig:14   | Killed an ancient lich
263818 | Zig:14   | Killed an ancient lich
263818 | Zig:14   | Killed an ancient lich
263818 | Zig:14   | Killed an ancient lich
263819 | Zig:14   | Noticed an ancient lich
263819 | Zig:14   | Noticed an ancient lich
263819 | Zig:14   | Killed an ancient lich
263819 | Zig:14   | Killed an ancient lich
263819 | Zig:14   | Killed an ancient lich
263819 | Zig:14   | Killed an ancient lich
263819 | Zig:14   | Killed an ancient lich
263820 | Zig:14   | Noticed an ancient lich
263823 | Zig:14   | Killed an ancient lich
263824 | Zig:14   | Noticed an ancient lich
263824 | Zig:14   | Noticed an ancient lich
263824 | Zig:14   | Noticed an ancient lich
263824 | Zig:14   | Noticed an ancient lich
263825 | Zig:14   | Noticed an ancient lich
263825 | Zig:14   | Killed an ancient lich
263825 | Zig:14   | Noticed an ancient lich
263825 | Zig:14   | Noticed an ancient lich
263826 | Zig:14   | Noticed an ancient lich
263826 | Zig:14   | Noticed an ancient lich
263826 | Zig:14   | Noticed an ancient lich
263826 | Zig:14   | Noticed an ancient lich
263827 | Zig:14   | Noticed an ancient lich
263827 | Zig:14   | Noticed an ancient lich
263827 | Zig:14   | Noticed an ancient lich
263828 | Zig:14   | Noticed an ancient lich
263829 | Zig:14   | Killed an ancient lich
263829 | Zig:14   | Killed an ancient lich
263829 | Zig:14   | Killed an ancient lich
263829 | Zig:14   | Killed an ancient lich
263829 | Zig:14   | Killed an ancient lich
263829 | Zig:14   | Killed an ancient lich
263829 | Zig:14   | Killed an ancient lich
263829 | Zig:14   | Killed an ancient lich
263829 | Zig:14   | Killed an ancient lich
263829 | Zig:14   | Killed an ancient lich
263829 | Zig:14   | Killed an ancient lich
263829 | Zig:14   | Killed an ancient lich
263829 | Zig:14   | Killed an ancient lich
263830 | Zig:14   | Noticed an ancient lich
263830 | Zig:14   | Noticed an ancient lich
263830 | Zig:14   | Noticed an ancient lich
263830 | Zig:14   | Noticed an ancient lich
263830 | Zig:14   | Noticed an ancient lich
263832 | Zig:14   | Noticed an ancient lich
263832 | Zig:14   | Killed an ancient lich
263833 | Zig:14   | Noticed an ancient lich
263834 | Zig:14   | Killed an ancient lich
263834 | Zig:14   | Killed an ancient lich
263834 | Zig:14   | Killed an ancient lich
263834 | Zig:14   | Killed an ancient lich
263834 | Zig:14   | Killed an ancient lich
263835 | Zig:14   | Noticed an ancient lich
263835 | Zig:14   | Killed an ancient lich
263835 | Zig:14   | Killed an ancient lich
263836 | Zig:14   | Noticed an ancient lich
263836 | Zig:14   | Killed an ancient lich
263840 | Zig:14   | Noticed an ancient lich
263841 | Zig:14   | Killed an ancient lich
263844 | Zig:14   | Killed an ancient lich
263847 | Zig:14   | Killed an ancient lich
263881 | Zig:14   | Got a brightly glowing amber ring
263882 | Zig:14   | Identified the ring of Vumis {rPois rF+ Dex+3} (You found it on level 14 of a ziggurat)
263982 | Zig:14   | Got a smoking lead ring
263983 | Zig:14   | Identified the ring "Halicit" {rCorr +Blink rN+ Str+7 Dex-2} (You found it on level 14 of a ziggurat)
264074 | Zig:15   | Entered Level 15 of a ziggurat
264074 | Zig:15   | Noticed a greater mummy
264074 | Zig:15   | Noticed a greater mummy
264074 | Zig:15   | Noticed a greater mummy
264074 | Zig:15   | Noticed a greater mummy
264074 | Zig:15   | Noticed a greater mummy
264074 | Zig:15   | Noticed a greater mummy
264074 | Zig:15   | Noticed a greater mummy
264074 | Zig:15   | Noticed a greater mummy
264074 | Zig:15   | Noticed a greater mummy
264074 | Zig:15   | Noticed a greater mummy
264074 | Zig:15   | Noticed a greater mummy
264076 | Zig:15   | Noticed a greater mummy
264076 | Zig:15   | Noticed a greater mummy
264077 | Zig:15   | Killed a greater mummy
264078 | Zig:15   | Noticed a greater mummy
264078 | Zig:15   | Killed a greater mummy
264078 | Zig:15   | Killed a greater mummy
264078 | Zig:15   | Killed a greater mummy
264078 | Zig:15   | Killed a greater mummy
264078 | Zig:15   | Killed a greater mummy
264078 | Zig:15   | Killed a greater mummy
264078 | Zig:15   | Killed a greater mummy
264078 | Zig:15   | Killed a greater mummy
264078 | Zig:15   | Killed a greater mummy
264078 | Zig:15   | Killed a greater mummy
264079 | Zig:15   | Noticed a greater mummy
264079 | Zig:15   | Noticed a greater mummy
264079 | Zig:15   | Killed a greater mummy
264081 | Zig:15   | Noticed a greater mummy
264081 | Zig:15   | Noticed a greater mummy
264081 | Zig:15   | Noticed a greater mummy
264081 | Zig:15   | Noticed a greater mummy
264082 | Zig:15   | Killed a greater mummy
264082 | Zig:15   | Killed a greater mummy
264082 | Zig:15   | Killed a greater mummy
264082 | Zig:15   | Killed a greater mummy
264083 | Zig:15   | Noticed a greater mummy
264083 | Zig:15   | Noticed a greater mummy
264083 | Zig:15   | Noticed a greater mummy
264084 | Zig:15   | Noticed a greater mummy
264085 | Zig:15   | Noticed a greater mummy
264085 | Zig:15   | Noticed a greater mummy
264085 | Zig:15   | Killed a greater mummy
264085 | Zig:15   | Killed a greater mummy
264086 | Zig:15   | Noticed a greater mummy
264086 | Zig:15   | Killed a greater mummy
264086 | Zig:15   | Killed a greater mummy
264087 | Zig:15   | Killed a greater mummy
264087 | Zig:15   | Killed a greater mummy
264089 | Zig:15   | Noticed a greater mummy
264090 | Zig:15   | Noticed a greater mummy
264090 | Zig:15   | Noticed a greater mummy
264090 | Zig:15   | Noticed a greater mummy
264090 | Zig:15   | Noticed a greater mummy
264090 | Zig:15   | Noticed a greater mummy
264091 | Zig:15   | Noticed a greater mummy
264091 | Zig:15   | Killed a greater mummy
264091 | Zig:15   | Killed a greater mummy
264091 | Zig:15   | Killed a greater mummy
264092 | Zig:15   | Noticed a greater mummy
264092 | Zig:15   | Noticed a greater mummy
264092 | Zig:15   | Noticed a greater mummy
264092 | Zig:15   | Killed a greater mummy
264093 | Zig:15   | Killed a greater mummy
264094 | Zig:15   | Noticed a greater mummy
264094 | Zig:15   | Killed a greater mummy
264094 | Zig:15   | Killed a greater mummy
264094 | Zig:15   | Killed a greater mummy
264094 | Zig:15   | Killed a greater mummy
264095 | Zig:15   | Killed a greater mummy
264095 | Zig:15   | Killed a greater mummy
264095 | Zig:15   | Killed a greater mummy
264096 | Zig:15   | Noticed a greater mummy
264097 | Zig:15   | Noticed a greater mummy
264097 | Zig:15   | Noticed a greater mummy
264098 | Zig:15   | Killed a greater mummy
264098 | Zig:15   | Killed a greater mummy
264098 | Zig:15   | Killed a greater mummy
264099 | Zig:15   | Noticed a greater mummy
264099 | Zig:15   | Noticed a greater mummy
264099 | Zig:15   | Killed a greater mummy
264101 | Zig:15   | Noticed a greater mummy
264101 | Zig:15   | Killed a greater mummy
264102 | Zig:15   | Killed a greater mummy
264102 | Zig:15   | Killed a greater mummy
264105 | Zig:15   | Killed a greater mummy
264105 | Zig:15   | Killed a greater mummy
264106 | Zig:15   | Killed a greater mummy
264180 | Zig:15   | Identified the cursed +0 cloak of Hide-and-Seek {MR+} (You found it on level 15 of a ziggurat)
264217 | Zig:16   | Entered Level 16 of a ziggurat
264433 | Zig:16   | Got a crude turquoise ring
264435 | Zig:16   | Identified the ring "Loschiclu" {Str+4 Dex+2} (You found it on level 16 of a ziggurat)
264506 | Zig:17   | Entered Level 17 of a ziggurat
264568 | Zig:17   | Identified the +1 pair of boots of Xuesaop {Int+7 SInv} (You found it on level 17 of a ziggurat)
264578 | Zig:17   | Got a warped golden amulet
264579 | Zig:17   | Identified the amulet "Qierimp" {Faith rF++ Str+4} (You found it on level 17 of a ziggurat)
264787 | Zig:18   | Entered Level 18 of a ziggurat
264842 | Zig:18   | Got a twitching golden ring
264843 | Zig:18   | Identified the ring "Sixoora" {rPois rN++ MP+9 Str-5 Int+3} (You found it on level 18 of a ziggurat)
265063 | Zig:18   | Identified the Incunabulum of Changing and Conjuration
265072 | Zig:19   | Entered Level 19 of a ziggurat
265072 | Zig:19   | Noticed an ancient lich
265072 | Zig:19   | Noticed an ancient lich
265072 | Zig:19   | Noticed an ancient lich
265072 | Zig:19   | Noticed an ancient lich
265072 | Zig:19   | Noticed an ancient lich
265072 | Zig:19   | Noticed an ancient lich
265072 | Zig:19   | Noticed an ancient lich
265072 | Zig:19   | Noticed an ancient lich
265073 | Zig:19   | Killed an ancient lich
265073 | Zig:19   | Killed an ancient lich
265073 | Zig:19   | Killed an ancient lich
265073 | Zig:19   | Killed an ancient lich
265074 | Zig:19   | Noticed an ancient lich
265074 | Zig:19   | Noticed an ancient lich
265075 | Zig:19   | Killed an ancient lich
265075 | Zig:19   | Killed an ancient lich
265075 | Zig:19   | Killed an ancient lich
265075 | Zig:19   | Killed an ancient lich
265075 | Zig:19   | Killed an ancient lich
265077 | Zig:19   | Noticed an ancient lich
265077 | Zig:19   | Killed an ancient lich
265077 | Zig:19   | Killed an ancient lich
265078 | Zig:19   | Noticed an ancient lich
265079 | Zig:19   | Noticed an ancient lich
265080 | Zig:19   | Noticed an ancient lich
265080 | Zig:19   | Noticed an ancient lich
265080 | Zig:19   | Noticed an ancient lich
265080 | Zig:19   | Noticed an ancient lich
265080 | Zig:19   | Noticed an ancient lich
265081 | Zig:19   | Noticed an ancient lich
265082 | Zig:19   | Noticed an ancient lich
265082 | Zig:19   | Killed an ancient lich
265082 | Zig:19   | Killed an ancient lich
265082 | Zig:19   | Killed an ancient lich
265082 | Zig:19   | Killed an ancient lich
265082 | Zig:19   | Killed an ancient lich
265082 | Zig:19   | Killed an ancient lich
265083 | Zig:19   | Noticed an ancient lich
265083 | Zig:19   | Killed an ancient lich
265083 | Zig:19   | Killed an ancient lich
265083 | Zig:19   | Killed an ancient lich
265084 | Zig:19   | Noticed an ancient lich
265084 | Zig:19   | Noticed an ancient lich
265084 | Zig:19   | Noticed an ancient lich
265084 | Zig:19   | Noticed an ancient lich
265086 | Zig:19   | Noticed an ancient lich
265086 | Zig:19   | Killed an ancient lich
265086 | Zig:19   | Killed an ancient lich
265086 | Zig:19   | Killed an ancient lich
265087 | Zig:19   | Noticed an ancient lich
265087 | Zig:19   | Noticed an ancient lich
265088 | Zig:19   | Noticed an ancient lich
265088 | Zig:19   | Killed an ancient lich
265089 | Zig:19   | Noticed an ancient lich
265089 | Zig:19   | Noticed an ancient lich
265089 | Zig:19   | Killed an ancient lich
265089 | Zig:19   | Killed an ancient lich
265090 | Zig:19   | Noticed an ancient lich
265090 | Zig:19   | Noticed an ancient lich
265090 | Zig:19   | Noticed an ancient lich
265090 | Zig:19   | Noticed an ancient lich
265090 | Zig:19   | Killed an ancient lich
265090 | Zig:19   | Killed an ancient lich
265090 | Zig:19   | Killed an ancient lich
265090 | Zig:19   | Noticed an ancient lich
265092 | Zig:19   | Noticed an ancient lich
265092 | Zig:19   | Noticed an ancient lich
265092 | Zig:19   | Noticed an ancient lich
265094 | Zig:19   | Killed an ancient lich
265094 | Zig:19   | Killed an ancient lich
265094 | Zig:19   | Killed an ancient lich
265094 | Zig:19   | Killed an ancient lich
265094 | Zig:19   | Killed an ancient lich
265094 | Zig:19   | Killed an ancient lich
265095 | Zig:19   | Noticed an ancient lich
265095 | Zig:19   | Killed an ancient lich
265095 | Zig:19   | Killed an ancient lich
265095 | Zig:19   | Killed an ancient lich
265095 | Zig:19   | Killed an ancient lich
265095 | Zig:19   | Killed an ancient lich
265097 | Zig:19   | Noticed an ancient lich
265098 | Zig:19   | Noticed an ancient lich
265099 | Zig:19   | Killed an ancient lich
265100 | Zig:19   | Noticed an ancient lich
265100 | Zig:19   | Noticed an ancient lich
265101 | Zig:19   | Noticed an ancient lich
265101 | Zig:19   | Killed an ancient lich
265103 | Zig:19   | Noticed an ancient lich
265103 | Zig:19   | Killed an ancient lich
265103 | Zig:19   | Killed an ancient lich
265104 | Zig:19   | Noticed an ancient lich
265104 | Zig:19   | Noticed an ancient lich
265105 | Zig:19   | Noticed an ancient lich
265107 | Zig:19   | Noticed an ancient lich
265107 | Zig:19   | Noticed an ancient lich
265109 | Zig:19   | Killed an ancient lich
265109 | Zig:19   | Killed an ancient lich
265109 | Zig:19   | Killed an ancient lich
265109 | Zig:19   | Killed an ancient lich
265114 | Zig:19   | Killed an ancient lich
265114 | Zig:19   | Killed an ancient lich
265115 | Zig:19   | Killed an ancient lich
265116 | Zig:19   | Noticed an ancient lich
265117 | Zig:19   | Noticed an ancient lich
265117 | Zig:19   | Noticed an ancient lich
265117 | Zig:19   | Noticed an ancient lich
265117 | Zig:19   | Noticed an ancient lich
265121 | Zig:19   | Killed an ancient lich
265121 | Zig:19   | Killed an ancient lich
265121 | Zig:19   | Killed an ancient lich
265121 | Zig:19   | Killed an ancient lich
265121 | Zig:19   | Killed an ancient lich
265344 | Zig:20   | Entered Level 20 of a ziggurat
265462 | Zig:20   | Got a steaming silver amulet
265463 | Zig:20   | Identified the amulet of Xom's Bemusement {RegenMP -Tele +Fly rElec rN++} (You found it on level 20 of a ziggurat)
265466 | Zig:20   | Got a scorched brass ring
265467 | Zig:20   | Identified the ring "Kaodudue" {Ice +Inv rElec Int-2 SInv} (You found it on level 20 of a ziggurat)
265473 | Zig:20   | Got a shimmering zirconium amulet
265474 | Zig:20   | Identified the amulet of Ilaav {Spirit +Inv Str+3 Int-2 Dex+3} (You found it on level 20 of a ziggurat)
265597 | Zig:21   | Entered Level 21 of a ziggurat
265700 | Zig:21   | Got a glittering ivory ring
265702 | Zig:21   | Identified the ring "Cach" {*Slow +Blink rElec rF++ EV+3} (You found it on level 21 of a ziggurat)
265887 | Zig:22   | Entered Level 22 of a ziggurat
265887 | Zig:22   | Noticed a greater mummy
265887 | Zig:22   | Noticed a greater mummy
265887 | Zig:22   | Noticed a greater mummy
265887 | Zig:22   | Noticed a greater mummy
265887 | Zig:22   | Noticed a greater mummy
265887 | Zig:22   | Noticed a greater mummy
265887 | Zig:22   | Noticed a greater mummy
265889 | Zig:22   | Noticed a greater mummy
265889 | Zig:22   | Noticed a greater mummy
265889 | Zig:22   | Noticed a greater mummy
265889 | Zig:22   | Noticed a greater mummy
265889 | Zig:22   | Noticed a greater mummy
265889 | Zig:22   | Noticed a greater mummy
265890 | Zig:22   | Killed a greater mummy
265890 | Zig:22   | Killed a greater mummy
265890 | Zig:22   | Killed a greater mummy
265890 | Zig:22   | Killed a greater mummy
265891 | Zig:22   | Noticed an ancient lich
265891 | Zig:22   | Noticed a greater mummy
265891 | Zig:22   | Killed a greater mummy
265891 | Zig:22   | Killed a greater mummy
265891 | Zig:22   | Killed a greater mummy
265891 | Zig:22   | Killed a greater mummy
265892 | Zig:22   | Noticed a greater mummy
265892 | Zig:22   | Killed a greater mummy
265892 | Zig:22   | Killed a greater mummy
265892 | Zig:22   | Killed a greater mummy
265892 | Zig:22   | Killed a greater mummy
265893 | Zig:22   | Noticed a greater mummy
265893 | Zig:22   | Noticed a greater mummy
265893 | Zig:22   | Noticed a greater mummy
265893 | Zig:22   | Noticed a greater mummy
265893 | Zig:22   | Noticed a greater mummy
265894 | Zig:22   | Noticed a greater mummy
265894 | Zig:22   | Noticed a greater mummy
265894 | Zig:22   | Noticed a greater mummy
265894 | Zig:22   | Noticed a greater mummy
265895 | Zig:22   | Noticed a greater mummy
265895 | Zig:22   | Noticed a greater mummy
265895 | Zig:22   | Noticed a greater mummy
265895 | Zig:22   | Killed a greater mummy
265895 | Zig:22   | Killed an ancient lich
265895 | Zig:22   | Killed a greater mummy
265895 | Zig:22   | Killed a greater mummy
265897 | Zig:22   | Noticed a greater mummy
265897 | Zig:22   | Killed a greater mummy
265897 | Zig:22   | Killed a greater mummy
265897 | Zig:22   | Killed a greater mummy
265897 | Zig:22   | Killed a greater mummy
265897 | Zig:22   | Killed a greater mummy
265898 | Zig:22   | Noticed a greater mummy
265898 | Zig:22   | Noticed a greater mummy
265898 | Zig:22   | Noticed a greater mummy
265898 | Zig:22   | Noticed a greater mummy
265899 | Zig:22   | Noticed a greater mummy
265899 | Zig:22   | Killed a greater mummy
265899 | Zig:22   | Killed a greater mummy
265899 | Zig:22   | Killed a greater mummy
265899 | Zig:22   | Killed a greater mummy
265900 | Zig:22   | Killed a greater mummy
265900 | Zig:22   | Killed a greater mummy
265901 | Zig:22   | Noticed a greater mummy
265901 | Zig:22   | Killed a greater mummy
265901 | Zig:22   | Killed a greater mummy
265901 | Zig:22   | Killed a greater mummy
265901 | Zig:22   | Killed a greater mummy
265901 | Zig:22   | Killed a greater mummy
265902 | Zig:22   | Noticed a greater mummy
265902 | Zig:22   | Noticed a greater mummy
265902 | Zig:22   | Noticed a greater mummy
265902 | Zig:22   | Noticed a greater mummy
265902 | Zig:22   | Killed a greater mummy
265902 | Zig:22   | Killed a greater mummy
265903 | Zig:22   | Noticed a greater mummy
265906 | Zig:22   | Noticed a greater mummy
265906 | Zig:22   | Killed a greater mummy
265906 | Zig:22   | Killed a greater mummy
265910 | Zig:22   | Noticed a greater mummy
265910 | Zig:22   | Killed a greater mummy
265910 | Zig:22   | Killed a greater mummy
265910 | Zig:22   | Killed a greater mummy
265910 | Zig:22   | Killed a greater mummy
265910 | Zig:22   | Killed a greater mummy
265911 | Zig:22   | Noticed a greater mummy
265911 | Zig:22   | Noticed a greater mummy
265913 | Zig:22   | Noticed a greater mummy
265913 | Zig:22   | Noticed a greater mummy
265913 | Zig:22   | Noticed a greater mummy
265913 | Zig:22   | Noticed a greater mummy
265913 | Zig:22   | Noticed a greater mummy
265913 | Zig:22   | Killed a greater mummy
265915 | Zig:22   | Noticed a greater mummy
265916 | Zig:22   | Noticed a greater mummy
265916 | Zig:22   | Noticed a greater mummy
265916 | Zig:22   | Noticed a greater mummy
265916 | Zig:22   | Noticed a greater mummy
265917 | Zig:22   | Killed a greater mummy
265918 | Zig:22   | Noticed a greater mummy
265918 | Zig:22   | Noticed a greater mummy
265918 | Zig:22   | Killed a greater mummy
265918 | Zig:22   | Killed a greater mummy
265918 | Zig:22   | Killed a greater mummy
265918 | Zig:22   | Killed a greater mummy
265918 | Zig:22   | Killed a greater mummy
265918 | Zig:22   | Killed a greater mummy
265919 | Zig:22   | Noticed a greater mummy
265919 | Zig:22   | Noticed a greater mummy
265919 | Zig:22   | Noticed a greater mummy
265919 | Zig:22   | Noticed a greater mummy
265919 | Zig:22   | Killed a greater mummy
265919 | Zig:22   | Killed a greater mummy
265919 | Zig:22   | Killed a greater mummy
265919 | Zig:22   | Killed a greater mummy
265920 | Zig:22   | Noticed a greater mummy
265920 | Zig:22   | Noticed a greater mummy
265920 | Zig:22   | Killed a greater mummy
265920 | Zig:22   | Killed a greater mummy
265920 | Zig:22   | Killed a greater mummy
265921 | Zig:22   | Noticed a greater mummy
265921 | Zig:22   | Noticed a greater mummy
265922 | Zig:22   | Noticed a greater mummy
265922 | Zig:22   | Noticed a greater mummy
265922 | Zig:22   | Noticed a greater mummy
265922 | Zig:22   | Noticed a greater mummy
265923 | Zig:22   | Noticed a greater mummy
265923 | Zig:22   | Killed a greater mummy
265923 | Zig:22   | Killed a greater mummy
265924 | Zig:22   | Killed a greater mummy
265925 | Zig:22   | Noticed a greater mummy
265925 | Zig:22   | Killed a greater mummy
265925 | Zig:22   | Killed a greater mummy
265925 | Zig:22   | Killed a greater mummy
265925 | Zig:22   | Killed a greater mummy
265925 | Zig:22   | Killed a greater mummy
265925 | Zig:22   | Killed a greater mummy
265926 | Zig:22   | Noticed a greater mummy
265926 | Zig:22   | Noticed a greater mummy
265926 | Zig:22   | Noticed a greater mummy
265926 | Zig:22   | Killed a greater mummy
265926 | Zig:22   | Killed a greater mummy
265926 | Zig:22   | Killed a greater mummy
265927 | Zig:22   | Noticed a greater mummy
265928 | Zig:22   | Noticed a greater mummy
265928 | Zig:22   | Noticed a greater mummy
265928 | Zig:22   | Noticed a greater mummy
265929 | Zig:22   | Noticed a greater mummy
265929 | Zig:22   | Noticed a greater mummy
265929 | Zig:22   | Noticed a greater mummy
265930 | Zig:22   | Noticed a greater mummy
265930 | Zig:22   | Killed a greater mummy
265930 | Zig:22   | Killed a greater mummy
265930 | Zig:22   | Killed a greater mummy
265930 | Zig:22   | Killed a greater mummy
265931 | Zig:22   | Killed a greater mummy
265931 | Zig:22   | Killed a greater mummy
265931 | Zig:22   | Killed a greater mummy
265931 | Zig:22   | Killed a greater mummy
265931 | Zig:22   | Killed a greater mummy
265931 | Zig:22   | Killed a greater mummy
265932 | Zig:22   | Noticed a greater mummy
265932 | Zig:22   | Noticed a greater mummy
265932 | Zig:22   | Killed a greater mummy
265932 | Zig:22   | Killed a greater mummy
265932 | Zig:22   | Killed a greater mummy
265934 | Zig:22   | Noticed a greater mummy
265934 | Zig:22   | Noticed a greater mummy
265940 | Zig:22   | Noticed a greater mummy
265940 | Zig:22   | Noticed a greater mummy
265940 | Zig:22   | Killed a greater mummy
265940 | Zig:22   | Killed a greater mummy
265940 | Zig:22   | Killed a greater mummy
265941 | Zig:22   | Noticed a greater mummy
265941 | Zig:22   | Killed a greater mummy
265941 | Zig:22   | Killed a greater mummy
265941 | Zig:22   | Killed a greater mummy
265942 | Zig:22   | Noticed a greater mummy
265942 | Zig:22   | Noticed a greater mummy
265942 | Zig:22   | Noticed a greater mummy
265943 | Zig:22   | Noticed a greater mummy
265946 | Zig:22   | Noticed a greater mummy
265946 | Zig:22   | Killed a greater mummy
265949 | Zig:22   | Killed a greater mummy
265949 | Zig:22   | Killed a greater mummy
265949 | Zig:22   | Killed a greater mummy
265951 | Zig:22   | Killed a greater mummy
265951 | Zig:22   | Killed a greater mummy
265996 | Zig:22   | Got a scorched silver ring
265998 | Zig:22   | Identified the cursed ring "Ziufiog" {-Tele Str+4 Int-3 Dex+2} (You found it on level 22 of a ziggurat)
266085 | Zig:22   | Identified the +0 cloak "Mowuyx" {rF+} (You found it on level 22 of a ziggurat)
266118 | Zig:23   | Entered Level 23 of a ziggurat
266175 | Zig:23   | Got a shimmering pewter ring
266177 | Zig:23   | Identified the ring "Ulouc" {MR+ Dex+3} (You found it on level 23 of a ziggurat)
266192 | Zig:23   | Identified the Disquisition on Snow and Ignition
266257 | Zig:23   | Got a vibrating glass ring
266258 | Zig:23   | Identified the ring of Fixation {Fire +Blink Str+4} (You found it on level 23 of a ziggurat)
266264 | Zig:23   | Identified the Almanac of Contamination and Clay
266485 | Zig:23   | Identified the cursed +0 broad axe "Nibapras" {pain, +Blink rElec} (You found it on level 23 of a ziggurat)
266520 | Zig:24   | Entered Level 24 of a ziggurat
266662 | Zig:24   | Got a wavering pewter ring
266663 | Zig:24   | Identified the ring of the Stallion {Wiz *Slow rPois Str+7} (You found it on level 24 of a ziggurat)
266705 | Zig:24   | Got a faintly glowing platinum ring
266707 | Zig:24   | Identified the ring of Pride {Wiz Str+3 Dex+4} (You found it on level 24 of a ziggurat)
266864 | Zig:25   | Entered Level 25 of a ziggurat
266864 | Zig:25   | Noticed a juggernaut
266864 | Zig:25   | Noticed a juggernaut
266864 | Zig:25   | Noticed a juggernaut
266864 | Zig:25   | Noticed a juggernaut
266864 | Zig:25   | Noticed a juggernaut
266864 | Zig:25   | Noticed a juggernaut
266864 | Zig:25   | Noticed a juggernaut
266864 | Zig:25   | Noticed a juggernaut
266864 | Zig:25   | Noticed a juggernaut
266864 | Zig:25   | Noticed a juggernaut
266864 | Zig:25   | Noticed a juggernaut
266864 | Zig:25   | Noticed a juggernaut
266864 | Zig:25   | Noticed a juggernaut
266866 | Zig:25   | Noticed a juggernaut
266866 | Zig:25   | Noticed a juggernaut
266866 | Zig:25   | Noticed a juggernaut
266866 | Zig:25   | Killed a juggernaut
266867 | Zig:25   | Noticed a juggernaut
266867 | Zig:25   | Noticed a juggernaut
266867 | Zig:25   | Killed a juggernaut
266867 | Zig:25   | Killed a juggernaut
266867 | Zig:25   | Killed a juggernaut
266867 | Zig:25   | Killed a juggernaut
266867 | Zig:25   | Killed a juggernaut
266868 | Zig:25   | Killed a juggernaut
266868 | Zig:25   | Killed a juggernaut
266868 | Zig:25   | Killed a juggernaut
266869 | Zig:25   | Noticed a juggernaut
266869 | Zig:25   | Noticed a juggernaut
266869 | Zig:25   | Noticed a juggernaut
266869 | Zig:25   | Noticed a juggernaut
266869 | Zig:25   | Killed a juggernaut
266869 | Zig:25   | Killed a juggernaut
266869 | Zig:25   | Killed a juggernaut
266869 | Zig:25   | Killed a juggernaut
266869 | Zig:25   | Killed a juggernaut
266869 | Zig:25   | Killed a juggernaut
266870 | Zig:25   | Noticed a juggernaut
266870 | Zig:25   | Noticed a juggernaut
266870 | Zig:25   | Noticed a juggernaut
266870 | Zig:25   | Noticed a juggernaut
266870 | Zig:25   | Noticed a juggernaut
266870 | Zig:25   | Noticed a juggernaut
266870 | Zig:25   | Noticed a juggernaut
266870 | Zig:25   | Killed a juggernaut
266870 | Zig:25   | Killed a juggernaut
266871 | Zig:25   | Noticed a juggernaut
266871 | Zig:25   | Noticed a juggernaut
266871 | Zig:25   | Noticed a juggernaut
266871 | Zig:25   | Noticed a juggernaut
266871 | Zig:25   | Noticed a juggernaut
266871 | Zig:25   | Noticed a juggernaut
266871 | Zig:25   | Killed a juggernaut
266871 | Zig:25   | Killed a juggernaut
266872 | Zig:25   | Noticed a juggernaut
266872 | Zig:25   | Noticed a juggernaut
266872 | Zig:25   | Noticed a juggernaut
266872 | Zig:25   | Noticed a juggernaut
266872 | Zig:25   | Noticed a juggernaut
266873 | Zig:25   | Noticed a juggernaut
266873 | Zig:25   | Noticed a juggernaut
266873 | Zig:25   | Noticed a juggernaut
266873 | Zig:25   | Noticed a juggernaut
266873 | Zig:25   | Noticed a juggernaut
266873 | Zig:25   | Noticed a juggernaut
266874 | Zig:25   | Noticed a juggernaut
266874 | Zig:25   | Noticed a juggernaut
266875 | Zig:25   | Noticed a juggernaut
266875 | Zig:25   | Killed a juggernaut
266875 | Zig:25   | Killed a juggernaut
266875 | Zig:25   | Killed a juggernaut
266875 | Zig:25   | Killed a juggernaut
266875 | Zig:25   | Killed a juggernaut
266875 | Zig:25   | Killed a juggernaut
266875 | Zig:25   | Killed a juggernaut
266876 | Zig:25   | Noticed a juggernaut
266876 | Zig:25   | Noticed a juggernaut
266876 | Zig:25   | Noticed a juggernaut
266876 | Zig:25   | Killed a juggernaut
266877 | Zig:25   | Noticed a juggernaut
266877 | Zig:25   | Killed a juggernaut
266877 | Zig:25   | Killed a juggernaut
266877 | Zig:25   | Killed a juggernaut
266877 | Zig:25   | Killed a juggernaut
266877 | Zig:25   | Killed a juggernaut
266877 | Zig:25   | Noticed a juggernaut
266878 | Zig:25   | Noticed a juggernaut
266878 | Zig:25   | Killed a juggernaut
266878 | Zig:25   | Killed a juggernaut
266878 | Zig:25   | Killed a juggernaut
266878 | Zig:25   | Killed a juggernaut
266878 | Zig:25   | Killed a juggernaut
266878 | Zig:25   | Killed a juggernaut
266879 | Zig:25   | Killed a juggernaut
266879 | Zig:25   | Killed a juggernaut
266879 | Zig:25   | Killed a juggernaut
266879 | Zig:25   | Killed a juggernaut
266879 | Zig:25   | Killed a juggernaut
266880 | Zig:25   | Noticed a juggernaut
266880 | Zig:25   | Noticed a juggernaut
266880 | Zig:25   | Killed a juggernaut
266880 | Zig:25   | Killed a juggernaut
266880 | Zig:25   | Killed a juggernaut
266881 | Zig:25   | Noticed a juggernaut
266881 | Zig:25   | Noticed a juggernaut
266881 | Zig:25   | Noticed a juggernaut
266881 | Zig:25   | Killed a juggernaut
266881 | Zig:25   | Killed a juggernaut
266881 | Zig:25   | Killed a juggernaut
266881 | Zig:25   | Killed a juggernaut
266881 | Zig:25   | Killed a juggernaut
266881 | Zig:25   | Killed a juggernaut
266881 | Zig:25   | Killed a juggernaut
266882 | Zig:25   | Noticed a juggernaut
266882 | Zig:25   | Noticed a juggernaut
266882 | Zig:25   | Noticed a juggernaut
266882 | Zig:25   | Noticed a juggernaut
266882 | Zig:25   | Noticed a juggernaut
266883 | Zig:25   | Noticed a juggernaut
266883 | Zig:25   | Noticed a juggernaut
266883 | Zig:25   | Noticed a juggernaut
266883 | Zig:25   | Noticed a juggernaut
266883 | Zig:25   | Noticed a juggernaut
266884 | Zig:25   | Noticed a juggernaut
266884 | Zig:25   | Noticed a juggernaut
266884 | Zig:25   | Noticed a juggernaut
266884 | Zig:25   | Noticed a juggernaut
266884 | Zig:25   | Noticed a juggernaut
266885 | Zig:25   | Noticed a juggernaut
266885 | Zig:25   | Noticed a juggernaut
266885 | Zig:25   | Noticed a juggernaut
266885 | Zig:25   | Killed a juggernaut
266885 | Zig:25   | Killed a juggernaut
266885 | Zig:25   | Killed a juggernaut
266885 | Zig:25   | Killed a juggernaut
266885 | Zig:25   | Killed a juggernaut
266885 | Zig:25   | Killed a juggernaut
266885 | Zig:25   | Killed a juggernaut
266886 | Zig:25   | Noticed a juggernaut
266886 | Zig:25   | Noticed a juggernaut
266886 | Zig:25   | Killed a juggernaut
266887 | Zig:25   | Noticed a juggernaut
266887 | Zig:25   | Noticed a juggernaut
266887 | Zig:25   | Killed a juggernaut
266887 | Zig:25   | Killed a juggernaut
266887 | Zig:25   | Killed a juggernaut
266887 | Zig:25   | Killed a juggernaut
266887 | Zig:25   | Killed a juggernaut
266887 | Zig:25   | Killed a juggernaut
266887 | Zig:25   | Killed a juggernaut
266887 | Zig:25   | Killed a juggernaut
266888 | Zig:25   | Noticed a juggernaut
266888 | Zig:25   | Noticed a juggernaut
266888 | Zig:25   | Noticed a juggernaut
266888 | Zig:25   | Noticed a juggernaut
266888 | Zig:25   | Killed a juggernaut
266888 | Zig:25   | Killed a juggernaut
266888 | Zig:25   | Killed a juggernaut
266888 | Zig:25   | Killed a juggernaut
266889 | Zig:25   | Noticed a juggernaut
266889 | Zig:25   | Noticed a juggernaut
266889 | Zig:25   | Noticed a juggernaut
266889 | Zig:25   | Noticed a juggernaut
266889 | Zig:25   | Noticed a juggernaut
266889 | Zig:25   | Noticed a juggernaut
266889 | Zig:25   | Noticed a juggernaut
266889 | Zig:25   | Killed a juggernaut
266889 | Zig:25   | Killed a juggernaut
266889 | Zig:25   | Killed a juggernaut
266889 | Zig:25   | Killed a juggernaut
266889 | Zig:25   | Killed a juggernaut
266889 | Zig:25   | Killed a juggernaut
266890 | Zig:25   | Noticed a juggernaut
266890 | Zig:25   | Noticed a juggernaut
266890 | Zig:25   | Killed a juggernaut
266890 | Zig:25   | Killed a juggernaut
266891 | Zig:25   | Noticed a juggernaut
266891 | Zig:25   | Noticed a juggernaut
266891 | Zig:25   | Noticed a juggernaut
266891 | Zig:25   | Noticed a juggernaut
266891 | Zig:25   | Noticed a juggernaut
266891 | Zig:25   | Noticed a juggernaut
266891 | Zig:25   | Killed a juggernaut
266892 | Zig:25   | Noticed a juggernaut
266892 | Zig:25   | Noticed a juggernaut
266892 | Zig:25   | Noticed a juggernaut
266892 | Zig:25   | Noticed a juggernaut
266892 | Zig:25   | Noticed a juggernaut
266893 | Zig:25   | Noticed a juggernaut
266893 | Zig:25   | Noticed a juggernaut
266894 | Zig:25   | Killed a juggernaut
266894 | Zig:25   | Killed a juggernaut
266894 | Zig:25   | Killed a juggernaut
266894 | Zig:25   | Killed a juggernaut
266894 | Zig:25   | Killed a juggernaut
266894 | Zig:25   | Killed a juggernaut
266894 | Zig:25   | Killed a juggernaut
266894 | Zig:25   | Killed a juggernaut
266894 | Zig:25   | Killed a juggernaut
266894 | Zig:25   | Killed a juggernaut
266895 | Zig:25   | Noticed a juggernaut
266895 | Zig:25   | Killed a juggernaut
266895 | Zig:25   | Killed a juggernaut
266896 | Zig:25   | Killed a juggernaut
266896 | Zig:25   | Killed a juggernaut
266896 | Zig:25   | Killed a juggernaut
266896 | Zig:25   | Killed a juggernaut
266896 | Zig:25   | Killed a juggernaut
266896 | Zig:25   | Killed a juggernaut
266896 | Zig:25   | Killed a juggernaut
266896 | Zig:25   | Killed a juggernaut
266896 | Zig:25   | Killed a juggernaut
266896 | Zig:25   | Killed a juggernaut
266897 | Zig:25   | Noticed a juggernaut
266897 | Zig:25   | Killed a juggernaut
266897 | Zig:25   | Killed a juggernaut
266898 | Zig:25   | Killed a juggernaut
266898 | Zig:25   | Killed a juggernaut
266899 | Zig:25   | Noticed a juggernaut
266899 | Zig:25   | Killed a juggernaut
266900 | Zig:25   | Noticed a juggernaut
266900 | Zig:25   | Noticed a juggernaut
266901 | Zig:25   | Noticed a juggernaut
266901 | Zig:25   | Noticed a juggernaut
266901 | Zig:25   | Noticed a juggernaut
266901 | Zig:25   | Noticed a juggernaut
266901 | Zig:25   | Noticed a juggernaut
266902 | Zig:25   | Noticed a juggernaut
266902 | Zig:25   | Noticed a juggernaut
266902 | Zig:25   | Noticed a juggernaut
266903 | Zig:25   | Noticed a juggernaut
266903 | Zig:25   | Killed a juggernaut
266903 | Zig:25   | Killed a juggernaut
266904 | Zig:25   | Noticed a juggernaut
266904 | Zig:25   | Killed a juggernaut
266904 | Zig:25   | Killed a juggernaut
266904 | Zig:25   | Killed a juggernaut
266904 | Zig:25   | Killed a juggernaut
266904 | Zig:25   | Killed a juggernaut
266904 | Zig:25   | Killed a juggernaut
266904 | Zig:25   | Killed a juggernaut
266904 | Zig:25   | Killed a juggernaut
266904 | Zig:25   | Killed a juggernaut
266906 | Zig:25   | Noticed a juggernaut
266906 | Zig:25   | Noticed a juggernaut
266907 | Zig:25   | Noticed a juggernaut
266907 | Zig:25   | Noticed a juggernaut
266907 | Zig:25   | Killed a juggernaut
266907 | Zig:25   | Killed a juggernaut
266908 | Zig:25   | Noticed a juggernaut
266909 | Zig:25   | Noticed a juggernaut
266909 | Zig:25   | Killed a juggernaut
266910 | Zig:25   | Noticed a juggernaut
266910 | Zig:25   | Killed a juggernaut
266910 | Zig:25   | Killed a juggernaut
266912 | Zig:25   | Noticed a juggernaut
266914 | Zig:25   | Killed a juggernaut
266914 | Zig:25   | Killed a juggernaut
266915 | Zig:25   | Killed a juggernaut
266915 | Zig:25   | Killed a juggernaut
266919 | Zig:25   | Killed a juggernaut
266921 | Zig:25   | Killed a juggernaut
267246 | Zig:25   | Got a sparkling copper ring
267248 | Zig:25   | Identified the ring "Tithifer" {rF- rC+++ rN+ Dex+4} (You found it on level 25 of a ziggurat)
267259 | Zig:25   | Identified the Papyrus of Slavery
267310 | Zig:26   | Entered Level 26 of a ziggurat
267448 | Zig:26   | Noticed Cuemyom the pandemonium lord
267449 | Zig:26   | Killed Cuemyom the pandemonium lord
267610 | Zig:26   | Identified the +1 pair of boots of Least Resistance {Regen+ Dex+4} (You found it on level 26 of a ziggurat)
267617 | Zig:26   | Got a transparent tin ring
267619 | Zig:26   | Identified the ring "Niudack" {rCorr Dex+2} (You found it on level 26 of a ziggurat)
267623 | Zig:26   | Got a clouded pewter ring
267624 | Zig:26   | Identified the ring "Gigi" {rPois Str+3} (You found it on level 26 of a ziggurat)
267637 | Zig:26   | Got a scintillating wooden ring
267638 | Zig:26   | Identified the ring "Gahace" {Fire MR++ Dex+4} (You found it on level 26 of a ziggurat)
267642 | Zig:26   | Got a shimmering ivory ring
267644 | Zig:26   | Identified the ring of the Four Lives {*Contam rElec Str+6 Dex+3} (You found it on level 26 of a ziggurat)
267951 | Zig:26   | Identified the cursed +0 large shield "Mali" {Int+3 Dex+3} (You took it off a daeva on level 26 of a ziggurat)
267996 | Zig:27   | Entered Level 27 of a ziggurat
268277 | Zig:27   | Killed a starcursed mass
268277 | Zig:27   | Killed a starcursed mass
268342 | Zig:27   | Got an ancient lead amulet
268343 | Zig:27   | Identified the amulet "Cadghuvon" {Faith rC++ rN+ Int+4} (You found it on level 27 of a ziggurat)
268345 | Zig:27   | Got a scorched zirconium amulet
268346 | Zig:27   | Identified the amulet "Anympemm" {Inacc *Drain rElec Str+3} (You found it on level 27 of a ziggurat)
268352 | Zig:27   | Identified the +2 pair of boots "Xutetzoups" {rPois MR- Str+2 Int+3} (You found it on level 27 of a ziggurat)
268359 | Zig:27   | Identified the +0 pair of boots of Jigsaw {+Inv} (You found it on level 27 of a ziggurat)
268369 | Zig:27   | Identified the +3 broad axe of Causality {drain, *Drain Str+2 SInv} (You found it on level 27 of a ziggurat)
268372 | Zig:27   | Got a vibrating bone ring
268374 | Zig:27   | Identified the ring "Fehiew" {rF+ Stlth+} (You found it on level 27 of a ziggurat)
268568 | Depths:2 | Identified the -3 cloak of Jimohab {Str+4} (You acquired it on level 2 of the Depths)
268569 | Depths:2 | Identified the +0 cloak of the Thoughtful Lives {rN+ rCorr Slay+3} (You acquired it on level 2 of the Depths)
268601 | Zig:1    | Entered Level 1 of a ziggurat
268640 | Zig:2    | Entered Level 2 of a ziggurat
268720 | Zig:3    | Entered Level 3 of a ziggurat
268765 | Zig:3    | Got a slimy ivory amulet
268766 | Zig:3    | Identified the amulet of the Blind Eye {+Rage rN+ Int+3} (You found it on level 3 of a ziggurat)
268787 | Zig:4    | Entered Level 4 of a ziggurat
268858 | Zig:5    | Entered Level 5 of a ziggurat
268858 | Zig:5    | Noticed an orb of fire
268858 | Zig:5    | Noticed an orb of fire
268858 | Zig:5    | Noticed an orb of fire
268858 | Zig:5    | Noticed an orb of fire
268858 | Zig:5    | Noticed an orb of fire
268858 | Zig:5    | Noticed an orb of fire
268858 | Zig:5    | Noticed an orb of fire
268858 | Zig:5    | Noticed an orb of fire
268858 | Zig:5    | Noticed an orb of fire
268858 | Zig:5    | Noticed an orb of fire
268862 | Zig:5    | Noticed an orb of fire
268865 | Zig:5    | Killed an orb of fire
268867 | Zig:5    | Killed an orb of fire
268868 | Zig:5    | Killed an orb of fire
268869 | Zig:5    | Killed an orb of fire
268870 | Zig:5    | Killed an orb of fire
268871 | Zig:5    | Noticed an orb of fire
268875 | Zig:5    | Killed an orb of fire
268877 | Zig:5    | Killed an orb of fire
268878 | Zig:5    | Noticed an orb of fire
268880 | Zig:5    | Killed an orb of fire
268881 | Zig:5    | Noticed an orb of fire
268881 | Zig:5    | Noticed an orb of fire
268889 | Zig:5    | Killed an orb of fire
268889 | Zig:5    | Killed an orb of fire
268890 | Zig:5    | Killed an orb of fire
268891 | Zig:5    | Noticed an orb of fire
268891 | Zig:5    | Noticed an orb of fire
268894 | Zig:5    | Noticed an orb of fire
268894 | Zig:5    | Killed an orb of fire
268896 | Zig:5    | Noticed an orb of fire
268899 | Zig:5    | Noticed an orb of fire
268900 | Zig:5    | Noticed an orb of fire
268904 | Zig:5    | Killed an orb of fire
268904 | Zig:5    | Killed an orb of fire
268919 | Zig:5    | Noticed an orb of fire
268920 | Zig:5    | Killed an orb of fire
268920 | Zig:5    | Killed an orb of fire
268920 | Zig:5    | Killed an orb of fire
268923 | Zig:5    | Killed an orb of fire
268925 | Zig:5    | Killed an orb of fire
268928 | Zig:5    | Killed an orb of fire
268941 | Zig:5    | Killed an orb of fire
268943 | Zig:5    | Killed an orb of fire
269028 | Zig:6    | Entered Level 6 of a ziggurat
269028 | Zig:6    | Noticed a juggernaut
269028 | Zig:6    | Noticed a juggernaut
269028 | Zig:6    | Noticed a juggernaut
269031 | Zig:6    | Noticed a juggernaut
269031 | Zig:6    | Killed a juggernaut
269032 | Zig:6    | Noticed a juggernaut
269032 | Zig:6    | Killed a juggernaut
269032 | Zig:6    | Killed a juggernaut
269033 | Zig:6    | Noticed a juggernaut
269033 | Zig:6    | Noticed a juggernaut
269035 | Zig:6    | Noticed a juggernaut
269035 | Zig:6    | Killed a juggernaut
269036 | Zig:6    | Noticed a juggernaut
269039 | Zig:6    | Killed a juggernaut
269039 | Zig:6    | Killed a juggernaut
269040 | Zig:6    | Killed a juggernaut
269042 | Zig:6    | Killed a juggernaut
269042 | Zig:6    | Killed a juggernaut
269086 | Zig:6    | Got a faintly glowing lead ring
269088 | Zig:6    | Identified the ring "Eraruyt" {AC+3 Int+4} (You found it on level 6 of a ziggurat)
269106 | Zig:6    | Got a vibrating lead ring
269107 | Zig:6    | Identified the ring "Hechenk" {rC+ Str+2 Dex+5} (You found it on level 6 of a ziggurat)
269120 | Zig:6    | Got a translucent glass ring
269122 | Zig:6    | Identified the cursed ring "Wipa" {+Inv Dex-2 Slay+4} (You found it on level 6 of a ziggurat)
269126 | Zig:6    | Identified the Tome of Augmentations
269156 | Zig:7    | Entered Level 7 of a ziggurat
269218 | Zig:7    | Got a fine platinum ring
269220 | Zig:7    | Identified the ring of Seablav {rF+ rC+++ EV+3 Dex-2} (You found it on level 7 of a ziggurat)
269253 | Zig:8    | Entered Level 8 of a ziggurat
269324 | Zig:9    | Entered Level 9 of a ziggurat
269358 | Zig:9    | Noticed Veeqef the pandemonium lord
269373 | Zig:9    | Killed Veeqef the pandemonium lord
269481 | Zig:10   | Entered Level 10 of a ziggurat
269481 | Zig:10   | Noticed an orb of fire
269481 | Zig:10   | Noticed an orb of fire
269481 | Zig:10   | Noticed an orb of fire
269481 | Zig:10   | Noticed an orb of fire
269481 | Zig:10   | Noticed an orb of fire
269481 | Zig:10   | Noticed an orb of fire
269481 | Zig:10   | Noticed an orb of fire
269481 | Zig:10   | Noticed an orb of fire
269481 | Zig:10   | Noticed an orb of fire
269491 | Zig:10   | Noticed an orb of fire
269493 | Zig:10   | Killed an orb of fire
269493 | Zig:10   | Killed an orb of fire
269493 | Zig:10   | Killed an orb of fire
269493 | Zig:10   | Killed an orb of fire
269494 | Zig:10   | Killed an orb of fire
269498 | Zig:10   | Killed an orb of fire
269498 | Zig:10   | Killed an orb of fire
269503 | Zig:10   | Noticed an orb of fire
269506 | Zig:10   | Noticed an orb of fire
269506 | Zig:10   | Noticed an orb of fire
269506 | Zig:10   | Killed an orb of fire
269508 | Zig:10   | Killed an orb of fire
269510 | Zig:10   | Noticed an orb of fire
269510 | Zig:10   | Noticed an orb of fire
269512 | Zig:10   | Noticed an orb of fire
269514 | Zig:10   | Killed an orb of fire
269519 | Zig:10   | Killed an orb of fire
269520 | Zig:10   | Noticed an orb of fire
269521 | Zig:10   | Noticed an orb of fire
269521 | Zig:10   | Noticed an orb of fire
269525 | Zig:10   | Noticed an orb of fire
269531 | Zig:10   | Killed an orb of fire
269534 | Zig:10   | Killed an orb of fire
269535 | Zig:10   | Killed an orb of fire
269537 | Zig:10   | Killed an orb of fire
269538 | Zig:10   | Killed an orb of fire
269540 | Zig:10   | Killed an orb of fire
269545 | Zig:10   | Killed an orb of fire
269546 | Zig:10   | Killed an orb of fire
269549 | Zig:10   | Killed an orb of fire
269551 | Zig:10   | Noticed an orb of fire
269557 | Zig:10   | Noticed an orb of fire
269558 | Zig:10   | Noticed an orb of fire
269558 | Zig:10   | Noticed an orb of fire
269558 | Zig:10   | Noticed an orb of fire
269563 | Zig:10   | Killed an orb of fire
269564 | Zig:10   | Noticed an orb of fire
269567 | Zig:10   | Killed an orb of fire
269568 | Zig:10   | Noticed an orb of fire
269569 | Zig:10   | Noticed an orb of fire
269580 | Zig:10   | Killed an orb of fire
269582 | Zig:10   | Killed an orb of fire
269587 | Zig:10   | Killed an orb of fire
269587 | Zig:10   | Killed an orb of fire
269599 | Zig:10   | Noticed an orb of fire
269600 | Zig:10   | Killed an orb of fire
269601 | Zig:10   | Killed an orb of fire
269610 | Zig:10   | Killed an orb of fire
269611 | Zig:10   | Noticed an orb of fire
269615 | Zig:10   | Noticed an orb of fire
269615 | Zig:10   | Noticed an orb of fire
269624 | Zig:10   | Noticed an orb of fire
269625 | Zig:10   | Noticed an orb of fire
269627 | Zig:10   | Killed an orb of fire
269631 | Zig:10   | Noticed an orb of fire
269639 | Zig:10   | Killed an orb of fire
269646 | Zig:10   | Killed an orb of fire
269649 | Zig:10   | Killed an orb of fire
269663 | Zig:10   | Killed an orb of fire
269665 | Zig:10   | Killed an orb of fire
269680 | Zig:10   | Got a slimy ivory ring
269682 | Zig:10   | Identified the ring of Pyromania {rF+ rC+ Int+4 Slay+2} (You found it on level 10 of a ziggurat)
269702 | Zig:10   | Got a serpentine tin ring
269704 | Zig:10   | Identified the ring of Uhupa {rPois MR++ Dex+4 Stlth-} (You found it on level 10 of a ziggurat)
269706 | Zig:10   | Got a vibrating graven amulet
269707 | Zig:10   | Identified the amulet of Yfev {Faith MR- Str+4 Dex+9} (You found it on level 10 of a ziggurat)
269760 | Zig:11   | Entered Level 11 of a ziggurat
269760 | Zig:11   | Noticed Kaxzeibb the pandemonium lord
269760 | Zig:11   | Noticed Vuvvebba the pandemonium lord
269760 | Zig:11   | Noticed Meunge Xome the pandemonium lord
269760 | Zig:11   | Noticed Esadghoxo the pandemonium lord
269760 | Zig:11   | Noticed Iggykut the pandemonium lord
269760 | Zig:11   | Noticed Jisemaest the pandemonium lord
269760 | Zig:11   | Noticed Qojivin the pandemonium lord
269760 | Zig:11   | Noticed Uxtof the pandemonium lord
269760 | Zig:11   | Noticed Siankycuc the pandemonium lord
269760 | Zig:11   | Noticed Warchuon the pandemonium lord
269760 | Zig:11   | Noticed Dezil the pandemonium lord
269760 | Zig:11   | Noticed Kikkitae the pandemonium lord
269760 | Zig:11   | Noticed Fomitew the pandemonium lord
269760 | Zig:11   | Noticed Kulomab the pandemonium lord
269760 | Zig:11   | Noticed Poshovet the pandemonium lord
269760 | Zig:11   | Noticed Yrorgh the pandemonium lord
269760 | Zig:11   | Noticed Onah the pandemonium lord
269760 | Zig:11   | Noticed Bettutic the pandemonium lord
269760 | Zig:11   | Noticed Nirghueho the pandemonium lord
269760 | Zig:11   | Noticed Muuq the pandemonium lord
269760 | Zig:11   | Noticed Pyuttif the pandemonium lord
269760 | Zig:11   | Noticed Medwirr the pandemonium lord
269760 | Zig:11   | Noticed Ucuylac the pandemonium lord
269762 | Zig:11   | Noticed Emeuv the pandemonium lord
269762 | Zig:11   | Noticed Belez the pandemonium lord
269764 | Zig:11   | Noticed Mumuset the pandemonium lord
269766 | Zig:11   | Noticed Cicvosab the pandemonium lord
269767 | Zig:11   | Noticed Veplethraub the pandemonium lord
269767 | Zig:11   | Killed Dezil the pandemonium lord
269768 | Zig:11   | Killed Medwirr the pandemonium lord
269769 | Zig:11   | Noticed Zeosoic the pandemonium lord
269769 | Zig:11   | Killed Kulomab the pandemonium lord
269769 | Zig:11   | Killed Kikkitae the pandemonium lord
269770 | Zig:11   | Noticed Upseload the pandemonium lord
269771 | Zig:11   | Noticed Itoenkag the pandemonium lord
269773 | Zig:11   | Noticed Giaf the pandemonium lord
269773 | Zig:11   | Noticed Kepruseu the pandemonium lord
269773 | Zig:11   | Noticed Zaerox the pandemonium lord
269773 | Zig:11   | Noticed Leleopot the pandemonium lord
269773 | Zig:11   | Noticed Sykonim the pandemonium lord
269773 | Zig:11   | Noticed Nourex the pandemonium lord
269773 | Zig:11   | Noticed Ginezx Ruecs the pandemonium lord
269773 | Zig:11   | Noticed Zeukh the pandemonium lord
269773 | Zig:11   | Noticed Buqanel the pandemonium lord
269773 | Zig:11   | Noticed Curgh the pandemonium lord
269773 | Zig:11   | Noticed Aguar the pandemonium lord
269773 | Zig:11   | Noticed Axettimy the pandemonium lord
269773 | Zig:11   | Noticed Gecamp the pandemonium lord
269773 | Zig:11   | Noticed Isaos the pandemonium lord
269773 | Zig:11   | Noticed Huriwig the pandemonium lord
269773 | Zig:11   | Noticed Plog the pandemonium lord
269773 | Zig:11   | Noticed Gimoch the pandemonium lord
269773 | Zig:11   | Noticed Sianeum the pandemonium lord
269773 | Zig:11   | Noticed Cauleimi the pandemonium lord
269773 | Zig:11   | Noticed Sykk the pandemonium lord
269773 | Zig:11   | Noticed Sefadank the pandemonium lord
269774 | Zig:11   | Noticed Qitsakes the pandemonium lord
269776 | Zig:11   | Noticed Ginuoff the pandemonium lord
269782 | Zig:11   | Noticed Duwnet the pandemonium lord
269782 | Zig:11   | Noticed Guese the pandemonium lord
269784 | Zig:11   | Killed Curgh the pandemonium lord
269785 | Zig:11   | Killed Nourex the pandemonium lord
269786 | Zig:11   | Noticed Joppiekk the pandemonium lord
269786 | Zig:11   | Noticed Edghaos the pandemonium lord
269786 | Zig:11   | Noticed Malaghits the pandemonium lord
269786 | Zig:11   | Killed Gimoch the pandemonium lord
269788 | Zig:11   | Killed Axettimy the pandemonium lord
269790 | Zig:11   | Killed Giaf the pandemonium lord
269792 | Zig:11   | Killed Upseload the pandemonium lord
269792 | Zig:11   | Killed Meunge Xome the pandemonium lord
269793 | Zig:11   | Killed Sykonim the pandemonium lord
269793 | Zig:11   | Killed Sefadank the pandemonium lord
269794 | Zig:11   | Killed Gecamp the pandemonium lord
269794 | Zig:11   | Killed Ginezx Ruecs the pandemonium lord
269794 | Zig:11   | Killed Zeukh the pandemonium lord
269794 | Zig:11   | Killed Sykk the pandemonium lord
269795 | Zig:11   | Killed Aguar the pandemonium lord
269797 | Zig:11   | Killed Buqanel the pandemonium lord
269797 | Zig:11   | Killed Qitsakes the pandemonium lord
269798 | Zig:11   | Noticed Ygogos the pandemonium lord
269798 | Zig:11   | Killed Huriwig the pandemonium lord
269798 | Zig:11   | Killed Zaerox the pandemonium lord
269798 | Zig:11   | Killed Duwnet the pandemonium lord
269798 | Zig:11   | Killed Sianeum the pandemonium lord
269798 | Zig:11   | Killed Cauleimi the pandemonium lord
269799 | Zig:11   | Noticed Aluojol the pandemonium lord
269799 | Zig:11   | Killed Veplethraub the pandemonium lord
269799 | Zig:11   | Killed Kepruseu the pandemonium lord
269799 | Zig:11   | Killed Guese the pandemonium lord
269799 | Zig:11   | Killed Joppiekk the pandemonium lord
269799 | Zig:11   | Killed Zeosoic the pandemonium lord
269799 | Zig:11   | Killed Ygogos the pandemonium lord
269802 | Zig:11   | Killed Itoenkag the pandemonium lord
269802 | Zig:11   | Killed Onah the pandemonium lord
269802 | Zig:11   | Killed Mumuset the pandemonium lord
269802 | Zig:11   | Killed Isaos the pandemonium lord
269803 | Zig:11   | Noticed Wocsapha the pandemonium lord
269803 | Zig:11   | Killed Ginuoff the pandemonium lord
269803 | Zig:11   | Killed Yrorgh the pandemonium lord
269804 | Zig:11   | Noticed Fofoku the pandemonium lord
269804 | Zig:11   | Noticed Moych the pandemonium lord
269804 | Zig:11   | Killed Edghaos the pandemonium lord
269804 | Zig:11   | Killed Siankycuc the pandemonium lord
269804 | Zig:11   | Killed Vuvvebba the pandemonium lord
269805 | Zig:11   | Killed Qojivin the pandemonium lord
269805 | Zig:11   | Killed Aluojol the pandemonium lord
269805 | Zig:11   | Killed Cicvosab the pandemonium lord
269806 | Zig:11   | Killed Malaghits the pandemonium lord
269806 | Zig:11   | Killed Muuq the pandemonium lord
269806 | Zig:11   | Killed Poshovet the pandemonium lord
269808 | Zig:11   | Killed Leleopot the pandemonium lord
269809 | Zig:11   | Killed Plog the pandemonium lord
269809 | Zig:11   | Killed Bettutic the pandemonium lord
269810 | Zig:11   | Noticed Eponti Fann the pandemonium lord
269811 | Zig:11   | Noticed Ziext the pandemonium lord
269812 | Zig:11   | Killed Fofoku the pandemonium lord
269812 | Zig:11   | Killed Wocsapha the pandemonium lord
269812 | Zig:11   | Killed Kaxzeibb the pandemonium lord
269812 | Zig:11   | Killed Fomitew the pandemonium lord
269812 | Zig:11   | Killed Pyuttif the pandemonium lord
269812 | Zig:11   | Killed Jisemaest the pandemonium lord
269815 | Zig:11   | Killed Iggykut the pandemonium lord
269815 | Zig:11   | Killed Belez the pandemonium lord
269815 | Zig:11   | Killed Ucuylac the pandemonium lord
269815 | Zig:11   | Killed Ziext the pandemonium lord
269818 | Zig:11   | Killed Emeuv the pandemonium lord
269818 | Zig:11   | Killed Esadghoxo the pandemonium lord
269819 | Zig:11   | Killed Nirghueho the pandemonium lord
269820 | Zig:11   | Killed Moych the pandemonium lord
269821 | Zig:11   | Killed Warchuon the pandemonium lord
269824 | Zig:11   | Killed Eponti Fann the pandemonium lord
269829 | Zig:11   | Killed Uxtof the pandemonium lord
269906 | Zig:11   | Identified An Early Guide to Spellcasting
269910 | Zig:11   | Identified the +1 pair of boots of Muttered Phrases {MP+9 Str+4 Dex+4} (You found it on level 11 of a ziggurat)
269963 | Zig:12   | Entered Level 12 of a ziggurat
270087 | Zig:12   | Got a coiled tin ring
270089 | Zig:12   | Identified the ring of the Equinox {*Tele MP+9 Str+5} (You found it on level 12 of a ziggurat)
270159 | Zig:13   | Entered Level 13 of a ziggurat
270191 | Zig:13   | Got a brightly glowing brass ring
270192 | Zig:13   | Identified the ring of Qybocrem {MR+ AC+1 Dex-4 SInv Stlth+} (You found it on level 13 of a ziggurat)
270209 | Zig:13   | Identified Sif Muna's Papyrus of Creative Changing
270231 | Zig:13   | Got a brightly glowing pewter ring
270233 | Zig:13   | Identified the ring of Fewkits {rPois Dex-3 Slay+6 SInv} (You found it on level 13 of a ziggurat)
270334 | Zig:14   | Entered Level 14 of a ziggurat
270412 | Zig:14   | Got a bound ivory ring
270413 | Zig:14   | Identified the ring "Zaqoet" {Fire Str+2 Dex+3 Stlth-} (You found it on level 14 of a ziggurat)
270422 | Zig:14   | Got a pitted amber ring
270423 | Zig:14   | Identified the ring of Boykluat {rF+ rN+ MR- SInv} (You found it on level 14 of a ziggurat)
270515 | Zig:14   | Identified Ulimulof's Disquisition on Good Luck and Unholy Magic
270551 | Zig:15   | Entered Level 15 of a ziggurat
270551 | Zig:15   | Noticed an ancient lich
270551 | Zig:15   | Noticed an ancient lich
270551 | Zig:15   | Noticed an ancient lich
270551 | Zig:15   | Noticed an ancient lich
270551 | Zig:15   | Noticed an ancient lich
270551 | Zig:15   | Noticed an ancient lich
270551 | Zig:15   | Noticed an ancient lich
270551 | Zig:15   | Noticed an ancient lich
270552 | Zig:15   | Killed an ancient lich
270552 | Zig:15   | Killed an ancient lich
270553 | Zig:15   | Noticed an ancient lich
270553 | Zig:15   | Noticed an ancient lich
270554 | Zig:15   | Killed an ancient lich
270554 | Zig:15   | Killed an ancient lich
270554 | Zig:15   | Killed an ancient lich
270554 | Zig:15   | Killed an ancient lich
270554 | Zig:15   | Killed an ancient lich
270554 | Zig:15   | Killed an ancient lich
270554 | Zig:15   | Killed an ancient lich
270557 | Zig:15   | Noticed an ancient lich
270557 | Zig:15   | Killed an ancient lich
270557 | Zig:15   | Killed an ancient lich
270558 | Zig:15   | Noticed an ancient lich
270559 | Zig:15   | Noticed an ancient lich
270559 | Zig:15   | Noticed an ancient lich
270559 | Zig:15   | Noticed an ancient lich
270559 | Zig:15   | Noticed an ancient lich
270560 | Zig:15   | Noticed an ancient lich
270560 | Zig:15   | Noticed an ancient lich
270560 | Zig:15   | Noticed an ancient lich
270560 | Zig:15   | Noticed an ancient lich
270561 | Zig:15   | Noticed an ancient lich
270563 | Zig:15   | Killed an ancient lich
270563 | Zig:15   | Killed an ancient lich
270563 | Zig:15   | Killed an ancient lich
270563 | Zig:15   | Killed an ancient lich
270563 | Zig:15   | Killed an ancient lich
270563 | Zig:15   | Killed an ancient lich
270563 | Zig:15   | Killed an ancient lich
270564 | Zig:15   | Noticed an ancient lich
270565 | Zig:15   | Noticed an ancient lich
270565 | Zig:15   | Killed an ancient lich
270567 | Zig:15   | Noticed an ancient lich
270567 | Zig:15   | Noticed an ancient lich
270567 | Zig:15   | Killed an ancient lich
270567 | Zig:15   | Killed an ancient lich
270568 | Zig:15   | Noticed an ancient lich
270568 | Zig:15   | Killed an ancient lich
270569 | Zig:15   | Noticed an ancient lich
270569 | Zig:15   | Killed an ancient lich
270569 | Zig:15   | Killed an ancient lich
270573 | Zig:15   | Killed an ancient lich
270573 | Zig:15   | Killed an ancient lich
270573 | Zig:15   | Killed an ancient lich
270673 | Zig:15   | Got a glittering ruby amulet
270674 | Zig:15   | Identified the amulet of Gluttony {Faith rN+ Dex+5 Stlth-} (You found it on level 15 of a ziggurat)
270677 | Zig:15   | Got a steaming granite ring
270679 | Zig:15   | Identified the ring "Eshrogega" {Ice -Tele *Corrode Str+7 Stlth+} (You found it on level 15 of a ziggurat)
270694 | Zig:15   | Identified the Catalogue of Dusty Hexes
270724 | Zig:16   | Entered Level 16 of a ziggurat
270758 | Zig:16   | Identified the Almanac of Unstable Protection
270834 | Zig:16   | Identified the Tome of Glacial Translocation
270853 | Zig:16   | Identified Gony's Disquisition on Changing
270855 | Zig:16   | Got a coiled amber ring
270857 | Zig:16   | Identified the ring "Vocryem" {Ice Int+3 Dex+4} (You found it on level 16 of a ziggurat)
270922 | Zig:16   | Identified the +0 pair of boots "Arghomate" {rElec Str+3 Dex-3} (You found it on level 16 of a ziggurat)
270937 | Zig:17   | Entered Level 17 of a ziggurat
270937 | Zig:17   | Noticed a greater mummy
270937 | Zig:17   | Noticed a greater mummy
270937 | Zig:17   | Noticed a greater mummy
270937 | Zig:17   | Noticed a greater mummy
270937 | Zig:17   | Noticed a greater mummy
270939 | Zig:17   | Noticed a greater mummy
270939 | Zig:17   | Noticed a greater mummy
270939 | Zig:17   | Noticed a greater mummy
270941 | Zig:17   | Killed a greater mummy
270941 | Zig:17   | Killed a greater mummy
270941 | Zig:17   | Killed a greater mummy
270942 | Zig:17   | Killed a greater mummy
270942 | Zig:17   | Killed a greater mummy
270943 | Zig:17   | Noticed a greater mummy
270943 | Zig:17   | Noticed a greater mummy
270943 | Zig:17   | Killed a greater mummy
270944 | Zig:17   | Killed a greater mummy
270945 | Zig:17   | Noticed a greater mummy
270945 | Zig:17   | Noticed a greater mummy
270945 | Zig:17   | Noticed a greater mummy
270945 | Zig:17   | Killed a greater mummy
270946 | Zig:17   | Noticed a greater mummy
270946 | Zig:17   | Noticed a greater mummy
270946 | Zig:17   | Noticed a greater mummy
270946 | Zig:17   | Noticed a greater mummy
270946 | Zig:17   | Noticed a greater mummy
270946 | Zig:17   | Noticed a greater mummy
270946 | Zig:17   | Noticed a greater mummy
270948 | Zig:17   | Noticed a greater mummy
270948 | Zig:17   | Noticed a greater mummy
270948 | Zig:17   | Noticed a greater mummy
270948 | Zig:17   | Noticed a greater mummy
270948 | Zig:17   | Noticed a greater mummy
270949 | Zig:17   | Killed a greater mummy
270950 | Zig:17   | Noticed a greater mummy
270951 | Zig:17   | Noticed a greater mummy
270951 | Zig:17   | Noticed a greater mummy
270953 | Zig:17   | Killed a greater mummy
270953 | Zig:17   | Killed a greater mummy
270953 | Zig:17   | Killed a greater mummy
270953 | Zig:17   | Killed a greater mummy
270953 | Zig:17   | Killed a greater mummy
270953 | Zig:17   | Killed a greater mummy
270953 | Zig:17   | Killed a greater mummy
270953 | Zig:17   | Killed a greater mummy
270953 | Zig:17   | Killed a greater mummy
270953 | Zig:17   | Killed a greater mummy
270953 | Zig:17   | Killed a greater mummy
270953 | Zig:17   | Killed a greater mummy
270953 | Zig:17   | Killed a greater mummy
270954 | Zig:17   | Noticed a greater mummy
270954 | Zig:17   | Noticed a greater mummy
270954 | Zig:17   | Noticed a greater mummy
270954 | Zig:17   | Noticed a greater mummy
270955 | Zig:17   | Noticed a greater mummy
270955 | Zig:17   | Noticed a greater mummy
270955 | Zig:17   | Killed a greater mummy
270955 | Zig:17   | Killed a greater mummy
270955 | Zig:17   | Killed a greater mummy
270956 | Zig:17   | Killed a greater mummy
270956 | Zig:17   | Killed a greater mummy
270956 | Zig:17   | Killed a greater mummy
270957 | Zig:17   | Noticed a greater mummy
270957 | Zig:17   | Noticed a greater mummy
270957 | Zig:17   | Noticed a greater mummy
270957 | Zig:17   | Noticed a greater mummy
270958 | Zig:17   | Noticed a greater mummy
270960 | Zig:17   | Killed a greater mummy
270960 | Zig:17   | Killed a greater mummy
270960 | Zig:17   | Killed a greater mummy
270961 | Zig:17   | Killed a greater mummy
270961 | Zig:17   | Killed a greater mummy
270961 | Zig:17   | Killed a greater mummy
270962 | Zig:17   | Killed a greater mummy
270962 | Zig:17   | Killed a greater mummy
270962 | Zig:17   | Killed a greater mummy
270962 | Zig:17   | Killed a greater mummy
270964 | Zig:17   | Noticed a greater mummy
270966 | Zig:17   | Killed a greater mummy
270967 | Zig:17   | Killed a greater mummy
270974 | Zig:17   | Identified the cursed +1 broad axe of Zayf Syu {flame, Dex+3} (You found it on level 17 of a ziggurat)
270999 | Zig:17   | Identified the Guide on Bewitching Dislocation
271073 | Zig:17   | Identified the Guide on Flamy Shape Shifting
271086 | Zig:18   | Entered Level 18 of a ziggurat
271153 | Zig:18   | Got a crude platinum ring
271155 | Zig:18   | Identified the ring of Amelioration {+Fly rF++ rN+ Str+2} (You found it on level 18 of a ziggurat)
271197 | Zig:18   | Identified the Disquisition on Attacks
271200 | Zig:18   | Identified the +2 cloak "Utuhaoge" {+Inv rPois Slay+3 Stlth-} (You found it on level 18 of a ziggurat)
271214 | Zig:19   | Entered Level 19 of a ziggurat
271407 | Zig:20   | Entered Level 20 of a ziggurat
271499 | Zig:20   | Got a fine pewter ring
271501 | Zig:20   | Identified the ring "Horautec" {rPois rN+ MR+ Dex+9} (You found it on level 20 of a ziggurat)
271507 | Zig:20   | Got a brightly glowing steel amulet
271508 | Zig:20   | Identified the amulet of Manleali {Gourm rC+ MR+} (You found it on level 20 of a ziggurat)
271557 | Zig:21   | Entered Level 21 of a ziggurat
271615 | Zig:21   | Got a crude silver amulet
271616 | Zig:21   | Identified the amulet of Conformity {+Blink +Rage rPois rC+ Int-3} (You found it on level 21 of a ziggurat)
271629 | Zig:21   | Got a heavily runed pewter ring
271631 | Zig:21   | Identified the ring "Mibar" {Ice rPois MR+ Dex+3 Slay-4} (You found it on level 21 of a ziggurat)
271644 | Zig:21   | Identified the Catalogue of Changing and Venom
271655 | Zig:21   | Got a sparkling copper amulet
271656 | Zig:21   | Identified the amulet of Atruh {+Rage Dex+2 SInv} (You found it on level 21 of a ziggurat)
271835 | Zig:21   | Got a faintly glowing broad axe
271874 | Zig:22   | Entered Level 22 of a ziggurat
271874 | Zig:22   | Noticed an ancient lich
271874 | Zig:22   | Noticed an ancient lich
271874 | Zig:22   | Noticed an ancient lich
271874 | Zig:22   | Noticed an ancient lich
271874 | Zig:22   | Noticed an ancient lich
271874 | Zig:22   | Noticed an ancient lich
271874 | Zig:22   | Noticed an ancient lich
271874 | Zig:22   | Noticed an ancient lich
271874 | Zig:22   | Noticed an ancient lich
271874 | Zig:22   | Noticed an ancient lich
271876 | Zig:22   | Noticed an ancient lich
271876 | Zig:22   | Noticed an ancient lich
271876 | Zig:22   | Noticed an ancient lich
271876 | Zig:22   | Killed an ancient lich
271876 | Zig:22   | Killed an ancient lich
271877 | Zig:22   | Killed an ancient lich
271877 | Zig:22   | Killed an ancient lich
271877 | Zig:22   | Killed an ancient lich
271877 | Zig:22   | Killed an ancient lich
271877 | Zig:22   | Killed an ancient lich
271877 | Zig:22   | Killed an ancient lich
271877 | Zig:22   | Killed an ancient lich
271877 | Zig:22   | Killed an ancient lich
271878 | Zig:22   | Noticed an ancient lich
271878 | Zig:22   | Noticed an ancient lich
271878 | Zig:22   | Noticed an ancient lich
271878 | Zig:22   | Noticed an ancient lich
271878 | Zig:22   | Noticed an ancient lich
271878 | Zig:22   | Killed an ancient lich
271878 | Zig:22   | Killed an ancient lich
271879 | Zig:22   | Noticed an ancient lich
271879 | Zig:22   | Noticed an ancient lich
271879 | Zig:22   | Killed an ancient lich
271880 | Zig:22   | Noticed an ancient lich
271880 | Zig:22   | Noticed an ancient lich
271880 | Zig:22   | Noticed an ancient lich
271881 | Zig:22   | Noticed an ancient lich
271881 | Zig:22   | Noticed an ancient lich
271881 | Zig:22   | Killed an ancient lich
271881 | Zig:22   | Killed an ancient lich
271881 | Zig:22   | Killed an ancient lich
271881 | Zig:22   | Killed an ancient lich
271882 | Zig:22   | Noticed an ancient lich
271882 | Zig:22   | Noticed an ancient lich
271882 | Zig:22   | Noticed an ancient lich
271882 | Zig:22   | Noticed an ancient lich
271882 | Zig:22   | Noticed an ancient lich
271883 | Zig:22   | Noticed an ancient lich
271883 | Zig:22   | Noticed an ancient lich
271883 | Zig:22   | Noticed an ancient lich
271883 | Zig:22   | Noticed an ancient lich
271883 | Zig:22   | Noticed an ancient lich
271883 | Zig:22   | Noticed an ancient lich
271884 | Zig:22   | Noticed an ancient lich
271884 | Zig:22   | Killed an ancient lich
271884 | Zig:22   | Killed an ancient lich
271884 | Zig:22   | Killed an ancient lich
271884 | Zig:22   | Killed an ancient lich
271884 | Zig:22   | Killed an ancient lich
271884 | Zig:22   | Killed an ancient lich
271884 | Zig:22   | Killed an ancient lich
271884 | Zig:22   | Killed an ancient lich
271884 | Zig:22   | Killed an ancient lich
271884 | Zig:22   | Killed an ancient lich
271884 | Zig:22   | Killed an ancient lich
271884 | Zig:22   | Killed an ancient lich
271884 | Zig:22   | Killed an ancient lich
271885 | Zig:22   | Noticed an ancient lich
271886 | Zig:22   | Killed an ancient lich
271887 | Zig:22   | Noticed an ancient lich
271887 | Zig:22   | Noticed an ancient lich
271887 | Zig:22   | Noticed an ancient lich
271887 | Zig:22   | Noticed an ancient lich
271887 | Zig:22   | Killed an ancient lich
271887 | Zig:22   | Killed an ancient lich
271888 | Zig:22   | Killed an ancient lich
271888 | Zig:22   | Killed an ancient lich
271888 | Zig:22   | Killed an ancient lich
271888 | Zig:22   | Killed an ancient lich
271888 | Zig:22   | Killed an ancient lich
271889 | Zig:22   | Noticed an ancient lich
271889 | Zig:22   | Noticed an ancient lich
271889 | Zig:22   | Noticed an ancient lich
271889 | Zig:22   | Noticed an ancient lich
271889 | Zig:22   | Noticed an ancient lich
271889 | Zig:22   | Noticed an ancient lich
271889 | Zig:22   | Killed an ancient lich
271889 | Zig:22   | Killed an ancient lich
271889 | Zig:22   | Killed an ancient lich
271890 | Zig:22   | Noticed an ancient lich
271890 | Zig:22   | Noticed an ancient lich
271890 | Zig:22   | Noticed an ancient lich
271890 | Zig:22   | Noticed an ancient lich
271890 | Zig:22   | Noticed an ancient lich
271890 | Zig:22   | Noticed an ancient lich
271890 | Zig:22   | Noticed an ancient lich
271890 | Zig:22   | Noticed an ancient lich
271890 | Zig:22   | Killed an ancient lich
271891 | Zig:22   | Noticed an ancient lich
271891 | Zig:22   | Noticed an ancient lich
271891 | Zig:22   | Noticed an ancient lich
271891 | Zig:22   | Killed an ancient lich
271891 | Zig:22   | Killed an ancient lich
271891 | Zig:22   | Killed an ancient lich
271891 | Zig:22   | Killed an ancient lich
271892 | Zig:22   | Noticed an ancient lich
271892 | Zig:22   | Noticed an ancient lich
271892 | Zig:22   | Noticed an ancient lich
271892 | Zig:22   | Noticed an ancient lich
271892 | Zig:22   | Noticed an ancient lich
271892 | Zig:22   | Noticed an ancient lich
271892 | Zig:22   | Noticed an ancient lich
271892 | Zig:22   | Noticed an ancient lich
271893 | Zig:22   | Noticed an ancient lich
271893 | Zig:22   | Noticed an ancient lich
271893 | Zig:22   | Noticed an ancient lich
271893 | Zig:22   | Noticed an ancient lich
271894 | Zig:22   | Noticed an ancient lich
271894 | Zig:22   | Killed an ancient lich
271894 | Zig:22   | Killed an ancient lich
271894 | Zig:22   | Killed an ancient lich
271894 | Zig:22   | Killed an ancient lich
271894 | Zig:22   | Killed an ancient lich
271894 | Zig:22   | Killed an ancient lich
271894 | Zig:22   | Killed an ancient lich
271894 | Zig:22   | Killed an ancient lich
271894 | Zig:22   | Killed an ancient lich
271894 | Zig:22   | Killed an ancient lich
271894 | Zig:22   | Killed an ancient lich
271894 | Zig:22   | Killed an ancient lich
271894 | Zig:22   | Killed an ancient lich
271894 | Zig:22   | Killed an ancient lich
271894 | Zig:22   | Killed an ancient lich
271894 | Zig:22   | Killed an ancient lich
271895 | Zig:22   | Noticed an ancient lich
271895 | Zig:22   | Noticed an ancient lich
271896 | Zig:22   | Killed an ancient lich
271896 | Zig:22   | Killed an ancient lich
271896 | Zig:22   | Killed an ancient lich
271896 | Zig:22   | Killed an ancient lich
271896 | Zig:22   | Killed an ancient lich
271896 | Zig:22   | Killed an ancient lich
271896 | Zig:22   | Killed an ancient lich
271896 | Zig:22   | Killed an ancient lich
271896 | Zig:22   | Killed an ancient lich
271896 | Zig:22   | Killed an ancient lich
271896 | Zig:22   | Killed an ancient lich
271896 | Zig:22   | Killed an ancient lich
271901 | Zig:22   | Noticed an ancient lich
271902 | Zig:22   | Noticed an ancient lich
271902 | Zig:22   | Noticed an ancient lich
271903 | Zig:22   | Noticed an ancient lich
271903 | Zig:22   | Noticed an ancient lich
271904 | Zig:22   | Noticed an ancient lich
271904 | Zig:22   | Noticed an ancient lich
271905 | Zig:22   | Killed an ancient lich
271905 | Zig:22   | Killed an ancient lich
271905 | Zig:22   | Killed an ancient lich
271906 | Zig:22   | Killed an ancient lich
271906 | Zig:22   | Killed an ancient lich
271906 | Zig:22   | Killed an ancient lich
271906 | Zig:22   | Killed an ancient lich
271919 | Zig:22   | Got a fine wooden ring
271921 | Zig:22   | Identified the ring of Exzatre {Ice *Corrode Str+5} (You found it on level 22 of a ziggurat)
271943 | Zig:22   | Got a slimy sapphire amulet
271944 | Zig:22   | Identified the amulet of the Butterfly {Spirit Str+5} (You found it on level 22 of a ziggurat)
271966 | Zig:22   | Got a pitted marble ring
271967 | Zig:22   | Identified the ring "Kelonin" {AC+3 Int+4} (You found it on level 22 of a ziggurat)
272088 | Zig:22   | Identified the Collected Works on Quantum Confrontation
272095 | Zig:23   | Entered Level 23 of a ziggurat
272148 | Zig:23   | Got a fine ivory ring
272149 | Zig:23   | Identified the ring "Nisikhyso" {rPois Int+4} (You found it on level 23 of a ziggurat)
272277 | Zig:23   | Identified Luarraorch's Reference Book on Bewitchment and Aid
272324 | Zig:24   | Entered Level 24 of a ziggurat
272324 | Zig:24   | Noticed Boung the pandemonium lord
272324 | Zig:24   | Noticed Cilecrir the pandemonium lord
272324 | Zig:24   | Noticed Ossualits the pandemonium lord
272324 | Zig:24   | Noticed Sih Osubi the pandemonium lord
272324 | Zig:24   | Noticed Keoxuru the pandemonium lord
272324 | Zig:24   | Noticed Aqecreaf the pandemonium lord
272324 | Zig:24   | Noticed Lecixux the pandemonium lord
272324 | Zig:24   | Noticed Cunith the pandemonium lord
272324 | Zig:24   | Noticed Yduts the pandemonium lord
272324 | Zig:24   | Noticed Morph the pandemonium lord
272324 | Zig:24   | Noticed Mij Run the pandemonium lord
272324 | Zig:24   | Noticed Xyhuukh the pandemonium lord
272324 | Zig:24   | Noticed Voynk the pandemonium lord
272324 | Zig:24   | Noticed Rokhuiciy the pandemonium lord
272324 | Zig:24   | Noticed Fiulitei the pandemonium lord
272324 | Zig:24   | Noticed Daihes the pandemonium lord
272324 | Zig:24   | Noticed Roinoidu the pandemonium lord
272324 | Zig:24   | Noticed Ilorch Hacsi the pandemonium lord
272324 | Zig:24   | Noticed Tihommun the pandemonium lord
272324 | Zig:24   | Noticed Ficvuni the pandemonium lord
272324 | Zig:24   | Noticed Colonemp the pandemonium lord
272324 | Zig:24   | Noticed Sekkil the pandemonium lord
272326 | Zig:24   | Noticed Hono the pandemonium lord
272326 | Zig:24   | Noticed Beefio the pandemonium lord
272326 | Zig:24   | Noticed Jofatz the pandemonium lord
272326 | Zig:24   | Noticed Tuag the pandemonium lord
272327 | Zig:24   | Noticed Gyoz Neq the pandemonium lord
272328 | Zig:24   | Noticed Ihef the pandemonium lord
272330 | Zig:24   | Killed Hono the pandemonium lord
272330 | Zig:24   | Killed Xyhuukh the pandemonium lord
272331 | Zig:24   | Killed Fiulitei the pandemonium lord
272331 | Zig:24   | Killed Roinoidu the pandemonium lord
272331 | Zig:24   | Killed Tihommun the pandemonium lord
272331 | Zig:24   | Killed Daihes the pandemonium lord
272331 | Zig:24   | Killed Ficvuni the pandemonium lord
272332 | Zig:24   | Noticed Dalli the pandemonium lord
272332 | Zig:24   | Killed Cunith the pandemonium lord
272332 | Zig:24   | Killed Aqecreaf the pandemonium lord
272332 | Zig:24   | Killed Mij Run the pandemonium lord
272332 | Zig:24   | Killed Rokhuiciy the pandemonium lord
272333 | Zig:24   | Noticed Wyurch the pandemonium lord
272333 | Zig:24   | Killed Tuag the pandemonium lord
272333 | Zig:24   | Killed Ilorch Hacsi the pandemonium lord
272335 | Zig:24   | Noticed Xyagav the pandemonium lord
272335 | Zig:24   | Noticed Udgheggi the pandemonium lord
272335 | Zig:24   | Noticed Eqotu the pandemonium lord
272336 | Zig:24   | Noticed Derpha the pandemonium lord
272336 | Zig:24   | Killed Sekkil the pandemonium lord
272336 | Zig:24   | Killed Sih Osubi the pandemonium lord
272336 | Zig:24   | Killed Colonemp the pandemonium lord
272341 | Zig:24   | Killed Voynk the pandemonium lord
272341 | Zig:24   | Killed Yduts the pandemonium lord
272341 | Zig:24   | Killed Cilecrir the pandemonium lord
272342 | Zig:24   | Noticed Fuuwk the pandemonium lord
272343 | Zig:24   | Killed Xyagav the pandemonium lord
272343 | Zig:24   | Killed Keoxuru the pandemonium lord
272344 | Zig:24   | Noticed Husm the pandemonium lord
272345 | Zig:24   | Killed Eqotu the pandemonium lord
272345 | Zig:24   | Killed Ihef the pandemonium lord
272345 | Zig:24   | Killed Morph the pandemonium lord
272346 | Zig:24   | Noticed Mimion the pandemonium lord
272347 | Zig:24   | Noticed Sutupniv the pandemonium lord
272347 | Zig:24   | Killed Gyoz Neq the pandemonium lord
272347 | Zig:24   | Killed Udgheggi the pandemonium lord
272347 | Zig:24   | Killed Boung the pandemonium lord
272348 | Zig:24   | Noticed Deexeel the pandemonium lord
272349 | Zig:24   | Noticed Oniogoho the pandemonium lord
272350 | Zig:24   | Noticed Poonat the pandemonium lord
272350 | Zig:24   | Killed Beefio the pandemonium lord
272350 | Zig:24   | Killed Dalli the pandemonium lord
272351 | Zig:24   | Killed Jofatz the pandemonium lord
272352 | Zig:24   | Noticed Muenef the pandemonium lord
272354 | Zig:24   | Noticed Quagamn the pandemonium lord
272354 | Zig:24   | Noticed Qaeppush the pandemonium lord
272354 | Zig:24   | Killed Wyurch the pandemonium lord
272355 | Zig:24   | Noticed Dygohooq the pandemonium lord
272355 | Zig:24   | Killed Sutupniv the pandemonium lord
272355 | Zig:24   | Killed Mimion the pandemonium lord
272355 | Zig:24   | Killed Ossualits the pandemonium lord
272356 | Zig:24   | Noticed Gaewekeo the pandemonium lord
272356 | Zig:24   | Noticed Ycrothrik the pandemonium lord
272356 | Zig:24   | Killed Oniogoho the pandemonium lord
272357 | Zig:24   | Noticed Pyite the pandemonium lord
272357 | Zig:24   | Noticed Atachooj the pandemonium lord
272357 | Zig:24   | Noticed Lyutucib the pandemonium lord
272357 | Zig:24   | Killed Derpha the pandemonium lord
272357 | Zig:24   | Killed Deexeel the pandemonium lord
272357 | Zig:24   | Killed Lecixux the pandemonium lord
272358 | Zig:24   | Noticed Fecinoich the pandemonium lord
272360 | Zig:24   | Noticed Ubrex the pandemonium lord
272361 | Zig:24   | Noticed Lunez the pandemonium lord
272361 | Zig:24   | Noticed Sodor the pandemonium lord
272362 | Zig:24   | Noticed Enwifa the pandemonium lord
272362 | Zig:24   | Noticed Suytowes the pandemonium lord
272362 | Zig:24   | Killed Poonat the pandemonium lord
272362 | Zig:24   | Killed Lunez the pandemonium lord
272363 | Zig:24   | Noticed Hiutiolu the pandemonium lord
272363 | Zig:24   | Noticed Sousoel the pandemonium lord
272363 | Zig:24   | Noticed Ukleugusho the pandemonium lord
272364 | Zig:24   | Noticed Fuhut the pandemonium lord
272364 | Zig:24   | Noticed Jalann the pandemonium lord
272365 | Zig:24   | Killed Lyutucib the pandemonium lord
272365 | Zig:24   | Killed Ukleugusho the pandemonium lord
272365 | Zig:24   | Killed Husm the pandemonium lord
272365 | Zig:24   | Killed Sodor the pandemonium lord
272365 | Zig:24   | Killed Ubrex the pandemonium lord
272366 | Zig:24   | Killed Quagamn the pandemonium lord
272366 | Zig:24   | Killed Qoxadgh the pandemonium lord
272366 | Zig:24   | Killed Ycrothrik the pandemonium lord
272367 | Zig:24   | Noticed Vud Vedavu the pandemonium lord
272369 | Zig:24   | Noticed Veisk the pandemonium lord
272370 | Zig:24   | Noticed Milye the pandemonium lord
272370 | Zig:24   | Killed Jalann the pandemonium lord
272370 | Zig:24   | Killed Vud Vedavu the pandemonium lord
272371 | Zig:24   | Killed Muenef the pandemonium lord
272371 | Zig:24   | Killed Gaewekeo the pandemonium lord
272371 | Zig:24   | Killed Atachooj the pandemonium lord
272371 | Zig:24   | Killed Milye the pandemonium lord
272371 | Zig:24   | Killed Dygohooq the pandemonium lord
272371 | Zig:24   | Killed Sousoel the pandemonium lord
272372 | Zig:24   | Noticed Qauwustri the pandemonium lord
272372 | Zig:24   | Noticed Gapnau the pandemonium lord
272372 | Zig:24   | Killed Veisk the pandemonium lord
272372 | Zig:24   | Killed Enwifa the pandemonium lord
272373 | Zig:24   | Noticed Yhorecw the pandemonium lord
272373 | Zig:24   | Killed Hiutiolu the pandemonium lord
272374 | Zig:24   | Noticed Gimeud the pandemonium lord
272374 | Zig:24   | Noticed Cala Joo the pandemonium lord
272374 | Zig:24   | Noticed Arostrid the pandemonium lord
272374 | Zig:24   | Killed Fecinoich the pandemonium lord
272375 | Zig:24   | Noticed Agesew the pandemonium lord
272376 | Zig:24   | Noticed Daunibeo the pandemonium lord
272376 | Zig:24   | Noticed Muufe the pandemonium lord
272376 | Zig:24   | Killed Qaeppush the pandemonium lord
272377 | Zig:24   | Noticed Wojeuna the pandemonium lord
272377 | Zig:24   | Noticed Qonkeff the pandemonium lord
272377 | Zig:24   | Killed Pyite the pandemonium lord
272378 | Zig:24   | Noticed Bostis the pandemonium lord
272378 | Zig:24   | Noticed Joruupla the pandemonium lord
272378 | Zig:24   | Noticed Cihawoq the pandemonium lord
272379 | Zig:24   | Noticed Gicumoej the pandemonium lord
272381 | Zig:24   | Noticed Woisiofups the pandemonium lord
272381 | Zig:24   | Killed Cala Joo the pandemonium lord
272381 | Zig:24   | Killed Arostrid the pandemonium lord
272382 | Zig:24   | Killed Daunibeo the pandemonium lord
272382 | Zig:24   | Killed Wojeuna the pandemonium lord
272383 | Zig:24   | Noticed Obomaura the pandemonium lord
272384 | Zig:24   | Killed Gimeud the pandemonium lord
272384 | Zig:24   | Killed Qauwustri the pandemonium lord
272384 | Zig:24   | Killed Cihawoq the pandemonium lord
272385 | Zig:24   | Noticed Sofim the pandemonium lord
272385 | Zig:24   | Noticed Noiw Pyu the pandemonium lord
272385 | Zig:24   | Noticed Qocaff Fory the pandemonium lord
272385 | Zig:24   | Killed Purgheid the pandemonium lord
272385 | Zig:24   | Killed Obomaura the pandemonium lord
272387 | Zig:24   | Noticed Plog the pandemonium lord
272387 | Zig:24   | Noticed Feynad the pandemonium lord
272387 | Zig:24   | Killed Gicumoej the pandemonium lord
272387 | Zig:24   | Noticed Qukker the pandemonium lord
272388 | Zig:24   | Noticed Mekk the pandemonium lord
272389 | Zig:24   | Noticed Pyor Dio the pandemonium lord
272389 | Zig:24   | Noticed Erchas the pandemonium lord
272389 | Zig:24   | Killed Gapnau the pandemonium lord
272389 | Zig:24   | Killed Muufe the pandemonium lord
272389 | Zig:24   | Killed Suytowes the pandemonium lord
272390 | Zig:24   | Noticed Fuekhlim the pandemonium lord
272390 | Zig:24   | Noticed Qathorega the pandemonium lord
272391 | Zig:24   | Noticed Citog the pandemonium lord
272391 | Zig:24   | Noticed Xuuzadag the pandemonium lord
272391 | Zig:24   | Killed Fuuwk the pandemonium lord
272391 | Zig:24   | Killed Yhorecw the pandemonium lord
272391 | Zig:24   | Killed Joruupla the pandemonium lord
272392 | Zig:24   | Noticed Wopleat the pandemonium lord
272393 | Zig:24   | Noticed Kyllatapn the pandemonium lord
272393 | Zig:24   | Killed Noiw Pyu the pandemonium lord
272395 | Zig:24   | Noticed Nuacafol the pandemonium lord
272395 | Zig:24   | Killed Plog the pandemonium lord
272396 | Zig:24   | Noticed Geg Kuk the pandemonium lord
272396 | Zig:24   | Noticed Wiasm the pandemonium lord
272397 | Zig:24   | Noticed Muhoilo the pandemonium lord
272398 | Zig:24   | Noticed Hett the pandemonium lord
272399 | Zig:24   | Noticed Jusiceat the pandemonium lord
272399 | Zig:24   | Noticed Rypym the pandemonium lord
272399 | Zig:24   | Noticed Ifiac the pandemonium lord
272399 | Zig:24   | Noticed Uwkude the pandemonium lord
272399 | Zig:24   | Noticed Jegof the pandemonium lord
272399 | Zig:24   | Noticed Wuinenu the pandemonium lord
272400 | Zig:24   | Killed Bostis the pandemonium lord
272401 | Zig:24   | Noticed Qumuifox the pandemonium lord
272402 | Zig:24   | Noticed Waiteng the pandemonium lord
272403 | Zig:24   | Noticed Aluwiawug the pandemonium lord
272403 | Zig:24   | Killed Erchas the pandemonium lord
272403 | Zig:24   | Killed Qocaff Fory the pandemonium lord
272404 | Zig:24   | Killed Fuhut the pandemonium lord
272405 | Zig:24   | Killed Woisiofups the pandemonium lord
272405 | Zig:24   | Killed Qathorega the pandemonium lord
272406 | Zig:24   | Noticed Sozxifin the pandemonium lord
272407 | Zig:24   | Noticed Lifej Zoil the pandemonium lord
272410 | Zig:24   | Noticed Faemoac the pandemonium lord
272410 | Zig:24   | Killed Qukker the pandemonium lord
272410 | Zig:24   | Killed Jusiceat the pandemonium lord
272412 | Zig:24   | Killed Ifiac the pandemonium lord
272413 | Zig:24   | Noticed Zetolucs the pandemonium lord
272414 | Zig:24   | Killed Wiasm the pandemonium lord
272415 | Zig:24   | Noticed Usaesin the pandemonium lord
272415 | Zig:24   | Noticed Tialais the pandemonium lord
272415 | Zig:24   | Noticed Plog the pandemonium lord
272415 | Zig:24   | Noticed Xetot the pandemonium lord
272415 | Zig:24   | Noticed Valaroc the pandemonium lord
272415 | Zig:24   | Noticed Soeqodua the pandemonium lord
272415 | Zig:24   | Noticed Keluwen the pandemonium lord
272415 | Zig:24   | Noticed Xohoshal the pandemonium lord
272415 | Zig:24   | Noticed Daic the pandemonium lord
272415 | Zig:24   | Noticed Anysad the pandemonium lord
272415 | Zig:24   | Noticed Vod Jit the pandemonium lord
272415 | Zig:24   | Noticed Otieck the pandemonium lord
272415 | Zig:24   | Noticed Gunah the pandemonium lord
272416 | Zig:24   | Noticed Lemym the pandemonium lord
272416 | Zig:24   | Killed Pyor Dio the pandemonium lord
272417 | Zig:24   | Noticed Letuanea the pandemonium lord
272418 | Zig:24   | Noticed Zoystroff the pandemonium lord
272418 | Zig:24   | Killed Kyllatapn the pandemonium lord
272418 | Zig:24   | Killed Mekk the pandemonium lord
272418 | Zig:24   | Killed Wopleat the pandemonium lord
272418 | Zig:24   | Killed Fuekhlim the pandemonium lord
272419 | Zig:24   | Killed Agesew the pandemonium lord
272420 | Zig:24   | Noticed Zasseqiq the pandemonium lord
272421 | Zig:24   | Noticed Mantev the pandemonium lord
272421 | Zig:24   | Killed Citog the pandemonium lord
272421 | Zig:24   | Killed Qonkeff the pandemonium lord
272421 | Zig:24   | Killed Plog the pandemonium lord
272421 | Zig:24   | Killed Sozxifin the pandemonium lord
272423 | Zig:24   | Noticed Osaylick the pandemonium lord
272423 | Zig:24   | Noticed Koru the pandemonium lord
272423 | Zig:24   | Noticed Emolocin the pandemonium lord
272423 | Zig:24   | Killed Uwkude the pandemonium lord
272425 | Zig:24   | Killed Usaesin the pandemonium lord
272425 | Zig:24   | Killed Wuinenu the pandemonium lord
272426 | Zig:24   | Killed Lifej Zoil the pandemonium lord
272426 | Zig:24   | Killed Faemoac the pandemonium lord
272427 | Zig:24   | Killed Waiteng the pandemonium lord
272427 | Zig:24   | Killed Hett the pandemonium lord
272427 | Zig:24   | Killed Geg Kuk the pandemonium lord
272427 | Zig:24   | Killed Aluwiawug the pandemonium lord
272429 | Zig:24   | Noticed Vaen the pandemonium lord
272429 | Zig:24   | Killed Qumuifox the pandemonium lord
272430 | Zig:24   | Killed Xetot the pandemonium lord
272430 | Zig:24   | Killed Lemym the pandemonium lord
272431 | Zig:24   | Noticed Qyhor the pandemonium lord
272431 | Zig:24   | Killed Jegof the pandemonium lord
272433 | Zig:24   | Killed Sofim the pandemonium lord
272436 | Zig:24   | Killed Zoystroff the pandemonium lord
272440 | Zig:24   | Killed Valaroc the pandemonium lord
272440 | Zig:24   | Noticed Mamar the pandemonium lord
272441 | Zig:24   | Noticed Nuzexo the pandemonium lord
272443 | Zig:24   | Noticed Vogytseu the pandemonium lord
272444 | Zig:24   | Noticed Xotyuttul the pandemonium lord
272444 | Zig:24   | Noticed Qojareov the pandemonium lord
272445 | Zig:24   | Noticed Kittioxo the pandemonium lord
272445 | Zig:24   | Noticed Plog the pandemonium lord
272445 | Zig:24   | Noticed Xeqou the pandemonium lord
272445 | Zig:24   | Noticed Icrinunn the pandemonium lord
272445 | Zig:24   | Noticed Boehimus the pandemonium lord
272445 | Zig:24   | Noticed Deash the pandemonium lord
272445 | Zig:24   | Noticed Uciryac the pandemonium lord
272445 | Zig:24   | Noticed Caesegyw the pandemonium lord
272446 | Zig:24   | Noticed Kirreawk the pandemonium lord
272447 | Zig:24   | Noticed Coun the pandemonium lord
272448 | Zig:24   | Paralysed by a floating eye for 3 turns
272452 | Zig:24   | Noticed Udoyllem the pandemonium lord
272457 | Zig:24   | Killed Mantev the pandemonium lord
272457 | Zig:24   | Killed Osaylick the pandemonium lord
272457 | Zig:24   | Killed Zetolucs the pandemonium lord
272458 | Zig:24   | Killed Xohoshal the pandemonium lord
272459 | Zig:24   | Killed Muhoilo the pandemonium lord
272460 | Zig:24   | Killed Soeqodua the pandemonium lord
272461 | Zig:24   | Killed Keluwen the pandemonium lord
272461 | Zig:24   | Killed Letuanea the pandemonium lord
272461 | Zig:24   | Killed Gunah the pandemonium lord
272463 | Zig:24   | Killed Nuacafol the pandemonium lord
272463 | Zig:24   | Killed Emolocin the pandemonium lord
272465 | Zig:24   | Killed Tialais the pandemonium lord
272465 | Zig:24   | Killed Qyhor the pandemonium lord
272470 | Zig:24   | Killed Daic the pandemonium lord
272471 | Zig:24   | Killed Coun the pandemonium lord
272471 | Zig:24   | Killed Udoyllem the pandemonium lord
272476 | Zig:24   | Noticed Tuad the pandemonium lord
272487 | Zig:24   | Killed Rypym the pandemonium lord
272488 | Zig:24   | Noticed Quytivou the pandemonium lord
272489 | Zig:24   | Noticed Hiwah the pandemonium lord
272491 | Zig:24   | Killed Koru the pandemonium lord
272493 | Zig:24   | Killed Xuuzadag the pandemonium lord
272493 | Zig:24   | Killed Vaen the pandemonium lord
272497 | Zig:24   | Noticed Saplovux the pandemonium lord
272502 | Zig:24   | Noticed Dib Ulli the pandemonium lord
272502 | Zig:24   | Killed Feynad the pandemonium lord
272503 | Zig:24   | Killed Hiwah the pandemonium lord
272510 | Zig:24   | Killed Caesegyw the pandemonium lord
272510 | Zig:24   | Killed Vogytseu the pandemonium lord
272510 | Zig:24   | Killed Otieck the pandemonium lord
272512 | Zig:24   | Killed Icrinunn the pandemonium lord
272512 | Zig:24   | Killed Mamar the pandemonium lord
272515 | Zig:24   | Noticed Wozaon Qomp the pandemonium lord
272517 | Zig:24   | Killed Deash the pandemonium lord
272517 | Zig:24   | Killed Tuad the pandemonium lord
272517 | Zig:24   | Killed Xotyuttul the pandemonium lord
272518 | Zig:24   | Killed Saplovux the pandemonium lord
272518 | Zig:24   | Killed Anysad the pandemonium lord
272519 | Zig:24   | Killed Kirreawk the pandemonium lord
272520 | Zig:24   | Killed Wozaon Qomp the pandemonium lord
272522 | Zig:24   | Killed Kittioxo the pandemonium lord
272522 | Zig:24   | Killed Uciryac the pandemonium lord
272523 | Zig:24   | Killed Quytivou the pandemonium lord
272523 | Zig:24   | Killed Plog the pandemonium lord
272523 | Zig:24   | Killed Boehimus the pandemonium lord
272525 | Zig:24   | Killed Xeqou the pandemonium lord
272530 | Zig:24   | Noticed Toymnir the pandemonium lord
272530 | Zig:24   | Killed Dib Ulli the pandemonium lord
272531 | Zig:24   | Noticed Ehiatser the pandemonium lord
272531 | Zig:24   | Killed Nuzexo the pandemonium lord
272531 | Zig:24   | Killed Qojareov the pandemonium lord
272531 | Zig:24   | Killed Zasseqiq the pandemonium lord
272534 | Zig:24   | Killed Toymnir the pandemonium lord
272535 | Zig:24   | Killed Ehiatser the pandemonium lord
272536 | Zig:24   | Noticed Paineok the pandemonium lord
272539 | Zig:24   | Noticed Celitum the pandemonium lord
272539 | Zig:24   | Noticed Kamigge the pandemonium lord
272543 | Zig:24   | Noticed Kuaro the pandemonium lord
272543 | Zig:24   | Killed Paineok the pandemonium lord
272543 | Zig:24   | Killed Kamigge the pandemonium lord
272545 | Zig:24   | Killed Kuaro the pandemonium lord
272546 | Zig:24   | Killed Vod Jit the pandemonium lord
272549 | Zig:24   | Killed Celitum the pandemonium lord
272582 | Zig:24   | Got an ancient wooden ring
272584 | Zig:24   | Identified the ring "Suehuno" {+Fly MR- Int+6 SInv} (You found it on level 24 of a ziggurat)
272607 | Zig:24   | Identified the Disquisition on Destructive Orientation
272615 | Zig:24   | Got a steaming brass ring
272616 | Zig:24   | Identified the ring of Compassion {Wiz rC+ Str+4 Stlth-} (You found it on level 24 of a ziggurat)
272621 | Zig:24   | Got a vibrating marble ring
272623 | Zig:24   | Identified the ring of Uqaste {rF++ rC+} (You found it on level 24 of a ziggurat)
272651 | Zig:24   | Got a smoking iron ring
272652 | Zig:24   | Identified the ring "Fukhlet" {rPois rC+ Slay+3} (You found it on level 24 of a ziggurat)
272661 | Zig:24   | Identified the Disquisition on Unstable Heat
272741 | Zig:24   | Identified the +1 pair of boots of Ycypn {*Contam rPois Regen+} (You found it on level 24 of a ziggurat)
272744 | Zig:24   | Identified the +2 pair of boots of the Loofah {Regen+ rCorr} (You found it on level 24 of a ziggurat)
272749 | Zig:24   | Identified the +2 pair of boots "Ygrir" {*Drain rF+ Regen+ Str+3} (You found it on level 24 of a ziggurat)
272796 | Zig:25   | Entered Level 25 of a ziggurat
272877 | Zig:25   | Got a vibrating copper ring
272879 | Zig:25   | Identified the ring of Okawaru's Envy {Int+6 Stlth+} (You found it on level 25 of a ziggurat)
272883 | Zig:25   | Got a crude glass ring
272884 | Zig:25   | Identified the ring "Semic" {rCorr Str+2 Dex+2} (You found it on level 25 of a ziggurat)
272907 | Zig:25   | Got a bound golden amulet
272908 | Zig:25   | Identified the amulet "Hemioloo" {RegenMP rN+ Str-2 Int+4 Dex+3} (You found it on level 25 of a ziggurat)
273105 | Zig:25   | Identified the +0 pair of gloves of Depression {+Inv rCorr Int-2} (You found it on level 25 of a ziggurat)
273150 | Zig:26   | Entered Level 26 of a ziggurat
273249 | Zig:26   | Got a pitted jade ring
273250 | Zig:26   | Identified the ring "Joudytt" {*Corrode rElec rPois rN+ Str+2} (You found it on level 26 of a ziggurat)
273254 | Zig:26   | Identified the cursed +0 pair of boots of Peek-a-Boo {+Fly rElec rPois Int-3} (You found it on level 26 of a ziggurat)
273260 | Zig:26   | Got a wavering crystal amulet
273261 | Zig:26   | Identified the amulet of the Scavenger {Inacc rN+ Dex+4 Stlth+} (You found it on level 26 of a ziggurat)
273510 | Zig:27   | Entered Level 27 of a ziggurat
273624 | Zig:27   | Killed Ufacw the pandemonium lord
273699 | Zig:27   | Got a heavily runed platinum amulet
273700 | Zig:27   | Identified the amulet of Ekhuon Kaim {+Rage rC+ Str+4} (You found it on level 27 of a ziggurat)
273707 | Zig:27   | Got a crude crystal amulet
273708 | Zig:27   | Identified the amulet of Avatoimp {Faith Int+2} (You found it on level 27 of a ziggurat)
273711 | Zig:27   | Got a slimy platinum amulet
273712 | Zig:27   | Identified the amulet "Neuf" {Harm *Drain +Blink rPois rN++ Str-2} (You found it on level 27 of a ziggurat)
273731 | Zig:27   | Got a twitching bronze ring
273733 | Zig:27   | Identified the ring of Alit {MR+ MP+9} (You found it on level 27 of a ziggurat)
273774 | Zig:27   | Got a glittering jade ring
273775 | Zig:27   | Identified the ring "Bygi" {rN+ MR+ MP-9 Str+3 Stlth+} (You found it on level 27 of a ziggurat)
273935 | Zig:1    | Entered Level 1 of a ziggurat
273935 | Zig:1    | Noticed an ancient lich
273935 | Zig:1    | Noticed an ancient lich
273935 | Zig:1    | Noticed an ancient lich
273935 | Zig:1    | Noticed an ancient lich
273935 | Zig:1    | Noticed an ancient lich
273936 | Zig:1    | Killed an ancient lich
273936 | Zig:1    | Killed an ancient lich
273937 | Zig:1    | Killed an ancient lich
273937 | Zig:1    | Killed an ancient lich
273937 | Zig:1    | Killed an ancient lich
273984 | Zig:2    | Entered Level 2 of a ziggurat
274043 | Zig:2    | Got an ancient lapis lazuli ring
274045 | Zig:2    | Identified the ring of the Scarab {Wiz *Slow Str+5 SInv} (You found it on level 2 of a ziggurat)
274065 | Zig:3    | Entered Level 3 of a ziggurat
274065 | Zig:3    | Noticed an ancient lich
274065 | Zig:3    | Noticed an ancient lich
274065 | Zig:3    | Noticed an ancient lich
274065 | Zig:3    | Noticed an ancient lich
274065 | Zig:3    | Noticed an ancient lich
274065 | Zig:3    | Noticed an ancient lich
274068 | Zig:3    | Noticed an ancient lich
274070 | Zig:3    | Noticed an ancient lich
274072 | Zig:3    | Noticed an ancient lich
274077 | Zig:3    | Noticed an ancient lich
274077 | Zig:3    | Killed an ancient lich
274077 | Zig:3    | Killed an ancient lich
274077 | Zig:3    | Killed an ancient lich
274077 | Zig:3    | Killed an ancient lich
274078 | Zig:3    | Noticed an ancient lich
274086 | Zig:3    | Noticed an ancient lich
274086 | Zig:3    | Noticed an ancient lich
274087 | Zig:3    | Killed an ancient lich
274087 | Zig:3    | Killed an ancient lich
274087 | Zig:3    | Killed an ancient lich
274087 | Zig:3    | Killed an ancient lich
274087 | Zig:3    | Killed an ancient lich
274087 | Zig:3    | Killed an ancient lich
274087 | Zig:3    | Killed an ancient lich
274091 | Zig:3    | Noticed an ancient lich
274092 | Zig:3    | Killed an ancient lich
274094 | Zig:3    | Noticed an ancient lich
274094 | Zig:3    | Killed an ancient lich
274095 | Zig:3    | Killed an ancient lich
274099 | Zig:3    | Killed an ancient lich
274162 | Zig:4    | Entered Level 4 of a ziggurat
274162 | Zig:4    | Noticed an ancient lich
274162 | Zig:4    | Noticed an ancient lich
274162 | Zig:4    | Noticed an ancient lich
274162 | Zig:4    | Noticed an ancient lich
274162 | Zig:4    | Noticed an ancient lich
274162 | Zig:4    | Noticed an ancient lich
274163 | Zig:4    | Killed an ancient lich
274163 | Zig:4    | Killed an ancient lich
274163 | Zig:4    | Killed an ancient lich
274163 | Zig:4    | Killed an ancient lich
274164 | Zig:4    | Noticed an ancient lich
274165 | Zig:4    | Noticed an ancient lich
274166 | Zig:4    | Killed an ancient lich
274166 | Zig:4    | Killed an ancient lich
274166 | Zig:4    | Killed an ancient lich
274168 | Zig:4    | Noticed an ancient lich
274169 | Zig:4    | Killed an ancient lich
274172 | Zig:4    | Killed an ancient lich
274246 | Zig:4    | Identified the Compendium of Moulding and Poisoning
274268 | Zig:5    | Entered Level 5 of a ziggurat
274279 | Zig:5    | Noticed Cijillargh the pandemonium lord
274289 | Zig:5    | Killed Cijillargh the pandemonium lord
274330 | Zig:5    | Identified Easy Spellcraft
274334 | Zig:5    | Identified the Collected Works on Lucky Transmigration
274347 | Zig:5    | Got a dazzling eveningstar
274348 | Zig:5    | Identified the +11 eveningstar "Hoirukix" {crush, rPois rF- Str+7} (You found it on level 5 of a ziggurat)
274359 | Zig:6    | Entered Level 6 of a ziggurat
274359 | Zig:6    | Noticed a juggernaut
274359 | Zig:6    | Noticed a juggernaut
274362 | Zig:6    | Noticed a juggernaut
274366 | Zig:6    | Killed a juggernaut
274366 | Zig:6    | Killed a juggernaut
274366 | Zig:6    | Killed a juggernaut
274367 | Zig:6    | Noticed a juggernaut
274367 | Zig:6    | Noticed a juggernaut
274367 | Zig:6    | Noticed a juggernaut
274367 | Zig:6    | Noticed a juggernaut
274368 | Zig:6    | Noticed a juggernaut
274368 | Zig:6    | Noticed a juggernaut
274371 | Zig:6    | Noticed a juggernaut
274371 | Zig:6    | Noticed a juggernaut
274374 | Zig:6    | Killed a juggernaut
274374 | Zig:6    | Killed a juggernaut
274374 | Zig:6    | Killed a juggernaut
274374 | Zig:6    | Killed a juggernaut
274374 | Zig:6    | Killed a juggernaut
274374 | Zig:6    | Killed a juggernaut
274374 | Zig:6    | Killed a juggernaut
274374 | Zig:6    | Killed a juggernaut
274375 | Zig:6    | Noticed a juggernaut
274382 | Zig:6    | Killed a juggernaut
274481 | Zig:7    | Entered Level 7 of a ziggurat
274529 | Zig:7    | Got a sparkling iron ring
274531 | Zig:7    | Identified the ring "Zasug" {MR+ SInv} (You found it on level 7 of a ziggurat)
274557 | Zig:8    | Entered Level 8 of a ziggurat
274641 | Zig:8    | Got a steaming glass ring
274643 | Zig:8    | Identified the ring "Humur" {*Drain EV+3 Dex+7 Slay-4} (You found it on level 8 of a ziggurat)
274668 | Zig:8    | Identified the Collected Works on Destructive Bewitchment
274717 | Zig:9    | Entered Level 9 of a ziggurat
274802 | Zig:9    | Got a scorched turquoise ring
274804 | Zig:9    | Identified the ring of Ciycaab {+Fly MR+ Slay+5} (You found it on level 9 of a ziggurat)
274912 | Zig:10   | Entered Level 10 of a ziggurat
275010 | Zig:10   | Identified Roxanne's Grimoire of the Mountains
275018 | Zig:11   | Entered Level 11 of a ziggurat
275040 | Zig:11   | Paralysed by accursed screaming for 1 turns
275187 | Zig:11   | Identified the Volume of the Entourage
275207 | Zig:11   | Identified the +3 pair of boots of Least Resistance {SInv} (You found it on level 11 of a ziggurat)
275276 | Zig:12   | Entered Level 12 of a ziggurat
275361 | Zig:12   | Identified the cursed -5 pair of gloves of Xaicvunaut {rElec Int-2 Dex+4} (You found it on level 12 of a ziggurat)
275408 | Zig:13   | Entered Level 13 of a ziggurat
275408 | Zig:13   | Noticed a juggernaut
275408 | Zig:13   | Noticed a juggernaut
275408 | Zig:13   | Noticed a juggernaut
275410 | Zig:13   | Noticed a juggernaut
275417 | Zig:13   | Killed a juggernaut
275417 | Zig:13   | Killed a juggernaut
275417 | Zig:13   | Killed a juggernaut
275417 | Zig:13   | Killed a juggernaut
275418 | Zig:13   | Noticed a juggernaut
275418 | Zig:13   | Noticed a juggernaut
275418 | Zig:13   | Noticed a juggernaut
275418 | Zig:13   | Noticed a juggernaut
275419 | Zig:13   | Noticed a juggernaut
275419 | Zig:13   | Noticed a juggernaut
275419 | Zig:13   | Noticed a juggernaut
275420 | Zig:13   | Noticed a juggernaut
275420 | Zig:13   | Noticed a juggernaut
275420 | Zig:13   | Noticed a juggernaut
275421 | Zig:13   | Noticed a juggernaut
275421 | Zig:13   | Noticed a juggernaut
275423 | Zig:13   | Noticed a juggernaut
275423 | Zig:13   | Noticed a juggernaut
275427 | Zig:13   | Noticed a juggernaut
275428 | Zig:13   | Noticed a juggernaut
275428 | Zig:13   | Killed a juggernaut
275428 | Zig:13   | Killed a juggernaut
275428 | Zig:13   | Killed a juggernaut
275428 | Zig:13   | Killed a juggernaut
275428 | Zig:13   | Killed a juggernaut
275428 | Zig:13   | Killed a juggernaut
275428 | Zig:13   | Killed a juggernaut
275428 | Zig:13   | Killed a juggernaut
275428 | Zig:13   | Killed a juggernaut
275428 | Zig:13   | Killed a juggernaut
275428 | Zig:13   | Killed a juggernaut
275428 | Zig:13   | Killed a juggernaut
275428 | Zig:13   | Killed a juggernaut
275428 | Zig:13   | Killed a juggernaut
275428 | Zig:13   | Killed a juggernaut
275428 | Zig:13   | Killed a juggernaut
275429 | Zig:13   | Noticed a juggernaut
275430 | Zig:13   | Noticed a juggernaut
275436 | Zig:13   | Noticed a juggernaut
275436 | Zig:13   | Killed a juggernaut
275436 | Zig:13   | Killed a juggernaut
275438 | Zig:13   | Noticed a juggernaut
275439 | Zig:13   | Noticed a juggernaut
275441 | Zig:13   | Noticed a juggernaut
275442 | Zig:13   | Killed a juggernaut
275442 | Zig:13   | Killed a juggernaut
275442 | Zig:13   | Killed a juggernaut
275450 | Zig:13   | Killed a juggernaut
275470 | Zig:13   | Identified Sif Muna's Disquisition on Dusty Orientation
275625 | Zig:13   | Identified the Tome of Lethal Companions
275662 | Zig:14   | Entered Level 14 of a ziggurat
275701 | Zig:14   | Identified the Collected Works on the Creative Voyage
275709 | Zig:14   | Got a smoking silver amulet
275710 | Zig:14   | Identified the amulet of Bios {Harm *Drain MR+ SInv Stlth+} (You found it on level 14 of a ziggurat)
275916 | Zig:15   | Entered Level 15 of a ziggurat
276045 | Zig:15   | Got a twitching marble ring
276047 | Zig:15   | Identified the ring "Elatz" {Ice Str+4 Int+4 Dex-3 SInv} (You found it on level 15 of a ziggurat)
276056 | Zig:15   | Identified the Reference Book on Earth and Transmutation
276271 | Zig:16   | Entered Level 16 of a ziggurat
276553 | Zig:16   | Got a bound silver ring
276555 | Zig:16   | Identified the ring "Zekhlub" {rPois Dex+4 Stlth+} (You found it on level 16 of a ziggurat)
276559 | Zig:16   | Got a flickering lead ring
276560 | Zig:16   | Identified the ring "Aptui" {*Tele rN+ Dex+3 Slay+2} (You found it on level 16 of a ziggurat)
276565 | Zig:16   | Got a crude amber ring
276566 | Zig:16   | Identified the ring of Tender Moments {+Fly rElec rPois} (You found it on level 16 of a ziggurat)
276570 | Zig:16   | Got a translucent brass amulet
276571 | Zig:16   | Identified the amulet "Pumangimo" {Gourm rC+ Str+5 Slay-6} (You found it on level 16 of a ziggurat)
276587 | Zig:16   | Identified the Reference Book on Torrid Unholy Rituals
276646 | Zig:17   | Entered Level 17 of a ziggurat
276748 | Zig:17   | Identified the cursed +0 pair of gloves of Uvatakkekha {rElec rF+ Slay+3} (You found it on level 17 of a ziggurat)
276764 | Zig:17   | Got a bound jade ring
276766 | Zig:17   | Identified the ring of Moilidel {Ice MR+} (You found it on level 17 of a ziggurat)
276789 | Zig:17   | Got a translucent diamond amulet
276790 | Zig:17   | Identified the amulet of Greater Demons {+Rage rF+ MR+ Dex+4} (You found it on level 17 of a ziggurat)
277038 | Zig:18   | Entered Level 18 of a ziggurat
277038 | Zig:18   | Noticed a juggernaut
277038 | Zig:18   | Noticed a juggernaut
277038 | Zig:18   | Noticed a juggernaut
277038 | Zig:18   | Noticed a juggernaut
277038 | Zig:18   | Noticed a juggernaut
277038 | Zig:18   | Noticed a juggernaut
277038 | Zig:18   | Noticed a juggernaut
277038 | Zig:18   | Noticed a juggernaut
277038 | Zig:18   | Noticed a juggernaut
277038 | Zig:18   | Noticed a juggernaut
277038 | Zig:18   | Noticed a juggernaut
277041 | Zig:18   | Noticed a juggernaut
277042 | Zig:18   | Killed a juggernaut
277042 | Zig:18   | Killed a juggernaut
277042 | Zig:18   | Killed a juggernaut
277042 | Zig:18   | Killed a juggernaut
277042 | Zig:18   | Killed a juggernaut
277042 | Zig:18   | Killed a juggernaut
277042 | Zig:18   | Killed a juggernaut
277042 | Zig:18   | Killed a juggernaut
277042 | Zig:18   | Killed a juggernaut
277042 | Zig:18   | Killed a juggernaut
277042 | Zig:18   | Killed a juggernaut
277042 | Zig:18   | Killed a juggernaut
277043 | Zig:18   | Noticed a juggernaut
277043 | Zig:18   | Noticed a juggernaut
277044 | Zig:18   | Noticed a juggernaut
277044 | Zig:18   | Noticed a juggernaut
277044 | Zig:18   | Noticed a juggernaut
277044 | Zig:18   | Noticed a juggernaut
277045 | Zig:18   | Noticed a juggernaut
277047 | Zig:18   | Noticed a juggernaut
277048 | Zig:18   | Noticed a juggernaut
277048 | Zig:18   | Noticed a juggernaut
277049 | Zig:18   | Noticed a juggernaut
277049 | Zig:18   | Noticed a juggernaut
277051 | Zig:18   | Noticed a juggernaut
277052 | Zig:18   | Noticed a juggernaut
277052 | Zig:18   | Noticed a juggernaut
277053 | Zig:18   | Killed a juggernaut
277053 | Zig:18   | Killed a juggernaut
277053 | Zig:18   | Killed a juggernaut
277053 | Zig:18   | Killed a juggernaut
277053 | Zig:18   | Killed a juggernaut
277053 | Zig:18   | Killed a juggernaut
277053 | Zig:18   | Killed a juggernaut
277053 | Zig:18   | Killed a juggernaut
277053 | Zig:18   | Killed a juggernaut
277053 | Zig:18   | Killed a juggernaut
277053 | Zig:18   | Killed a juggernaut
277053 | Zig:18   | Killed a juggernaut
277054 | Zig:18   | Noticed a juggernaut
277054 | Zig:18   | Noticed a juggernaut
277054 | Zig:18   | Noticed a juggernaut
277054 | Zig:18   | Noticed a juggernaut
277055 | Zig:18   | Noticed a juggernaut
277055 | Zig:18   | Noticed a juggernaut
277055 | Zig:18   | Noticed a juggernaut
277055 | Zig:18   | Noticed a juggernaut
277056 | Zig:18   | Noticed a juggernaut
277059 | Zig:18   | Noticed a juggernaut
277059 | Zig:18   | Killed a juggernaut
277059 | Zig:18   | Killed a juggernaut
277059 | Zig:18   | Killed a juggernaut
277059 | Zig:18   | Killed a juggernaut
277059 | Zig:18   | Killed a juggernaut
277059 | Zig:18   | Killed a juggernaut
277059 | Zig:18   | Killed a juggernaut
277059 | Zig:18   | Killed a juggernaut
277059 | Zig:18   | Killed a juggernaut
277059 | Zig:18   | Killed a juggernaut
277059 | Zig:18   | Killed a juggernaut
277059 | Zig:18   | Killed a juggernaut
277060 | Zig:18   | Noticed a juggernaut
277060 | Zig:18   | Noticed a juggernaut
277061 | Zig:18   | Noticed a juggernaut
277061 | Zig:18   | Noticed a juggernaut
277061 | Zig:18   | Noticed a juggernaut
277061 | Zig:18   | Noticed a juggernaut
277062 | Zig:18   | Noticed a juggernaut
277062 | Zig:18   | Noticed a juggernaut
277062 | Zig:18   | Noticed a juggernaut
277062 | Zig:18   | Noticed a juggernaut
277062 | Zig:18   | Noticed a juggernaut
277063 | Zig:18   | Noticed a juggernaut
277063 | Zig:18   | Noticed a juggernaut
277064 | Zig:18   | Noticed a juggernaut
277064 | Zig:18   | Noticed a juggernaut
277064 | Zig:18   | Noticed a juggernaut
277069 | Zig:18   | Noticed a juggernaut
277069 | Zig:18   | Noticed a juggernaut
277069 | Zig:18   | Killed a juggernaut
277069 | Zig:18   | Killed a juggernaut
277069 | Zig:18   | Killed a juggernaut
277069 | Zig:18   | Killed a juggernaut
277069 | Zig:18   | Killed a juggernaut
277069 | Zig:18   | Killed a juggernaut
277069 | Zig:18   | Killed a juggernaut
277069 | Zig:18   | Killed a juggernaut
277069 | Zig:18   | Killed a juggernaut
277069 | Zig:18   | Killed a juggernaut
277069 | Zig:18   | Killed a juggernaut
277069 | Zig:18   | Killed a juggernaut
277069 | Zig:18   | Killed a juggernaut
277069 | Zig:18   | Killed a juggernaut
277069 | Zig:18   | Killed a juggernaut
277069 | Zig:18   | Killed a juggernaut
277070 | Zig:18   | Noticed a juggernaut
277071 | Zig:18   | Noticed a juggernaut
277071 | Zig:18   | Noticed a juggernaut
277071 | Zig:18   | Noticed a juggernaut
277072 | Zig:18   | Noticed a juggernaut
277077 | Zig:18   | Noticed a juggernaut
277077 | Zig:18   | Noticed a juggernaut
277077 | Zig:18   | Killed a juggernaut
277077 | Zig:18   | Killed a juggernaut
277077 | Zig:18   | Killed a juggernaut
277077 | Zig:18   | Killed a juggernaut
277077 | Zig:18   | Killed a juggernaut
277077 | Zig:18   | Killed a juggernaut
277077 | Zig:18   | Killed a juggernaut
277077 | Zig:18   | Killed a juggernaut
277078 | Zig:18   | Noticed a juggernaut
277081 | Zig:18   | Noticed a juggernaut
277082 | Zig:18   | Noticed a juggernaut
277087 | Zig:18   | Killed a juggernaut
277091 | Zig:18   | Noticed a juggernaut
277091 | Zig:18   | Killed a juggernaut
277091 | Zig:18   | Killed a juggernaut
277091 | Zig:18   | Killed a juggernaut
277091 | Zig:18   | Killed a juggernaut
277092 | Zig:18   | Noticed a juggernaut
277092 | Zig:18   | Noticed a juggernaut
277093 | Zig:18   | Noticed a juggernaut
277093 | Zig:18   | Noticed a juggernaut
277096 | Zig:18   | Noticed a juggernaut
277100 | Zig:18   | Killed a juggernaut
277100 | Zig:18   | Killed a juggernaut
277100 | Zig:18   | Killed a juggernaut
277100 | Zig:18   | Killed a juggernaut
277100 | Zig:18   | Killed a juggernaut
277100 | Zig:18   | Killed a juggernaut
277323 | Zig:19   | Entered Level 19 of a ziggurat
277420 | Zig:19   | Got a fine ruby amulet
277421 | Zig:19   | Identified the amulet of Wetrufum {+Rage +Inv rC- rN+ Dex+3} (You found it on level 19 of a ziggurat)
277437 | Zig:19   | Got a smoking granite ring
277439 | Zig:19   | Identified the ring "Vevetoagg" {rF- rC+++ Int+2 Dex+7 Stlth+} (You found it on level 19 of a ziggurat)
277588 | Zig:20   | Entered Level 20 of a ziggurat
277915 | Zig:20   | Got a scorched ivory ring
277917 | Zig:20   | Identified the ring of the Tarantula {Ice Str+5} (You found it on level 20 of a ziggurat)
277968 | Zig:20   | Identified the Papyrus of Changing
277979 | Zig:21   | Entered Level 21 of a ziggurat
278092 | Zig:21   | Got a translucent bronze ring
278094 | Zig:21   | Identified the ring "Quunym" {Ice *Contam rN+ Int+2 Dex+4} (You found it on level 21 of a ziggurat)
278112 | Zig:21   | Gained mutation: Your body sometimes deteriorates upon taking damage. [mutagenic glow]
278114 | Zig:21   | Got a vibrating pewter ring
278115 | Zig:21   | Lost mutation: Your body sometimes deteriorates upon taking damage. [potion of cure mutation]
278129 | Zig:21   | Got a scintillating lapis lazuli ring
278130 | Zig:21   | Identified the ring "Deco" {rPois rF+ Str+2} (You found it on level 21 of a ziggurat)
278134 | Zig:21   | Identified Eblapt's Papyrus of the Voyage and Aid
278139 | Zig:21   | Got a scorched graven amulet
278140 | Zig:21   | Identified the amulet "Gialo" {RegenMP +Fly rElec SInv} (You found it on level 21 of a ziggurat)
278142 | Zig:21   | Identified the ring "Meuloph" {Wiz rF++ Dex+4 Stlth+} (You found it on level 21 of a ziggurat)
278191 | Zig:21   | Got a steaming wooden ring
278192 | Zig:21   | Identified the ring "Zarukk" {Fire MR+ Str+4 Int+3} (You found it on level 21 of a ziggurat)
278354 | Zig:21   | Identified the +0 cloak "Umunlot" {rPois Regen+ Dex+7} (You found it on level 21 of a ziggurat)
278399 | Zig:22   | Entered Level 22 of a ziggurat
278424 | Zig:22   | Noticed an ancient lich
278424 | Zig:22   | Killed an ancient lich
278473 | Zig:22   | Noticed an ancient lich
278473 | Zig:22   | Killed an ancient lich
278585 | Zig:22   | Killed a starcursed mass
278716 | Zig:22   | Got a scintillating ruby amulet
278717 | Zig:22   | Identified the amulet "Faucvic" {Spirit rN+ Str+3 Int+2} (You found it on level 22 of a ziggurat)
278728 | Zig:22   | Got a flickering steel ring
278730 | Zig:22   | Identified the ring of Uzae {*Drain +Inv rPois SInv Stlth+} (You found it on level 22 of a ziggurat)
278741 | Zig:22   | Got a wavering amber ring
278742 | Zig:22   | Identified the ring of Guuxe {EV+2 Stlth+} (You found it on level 22 of a ziggurat)
278792 | Zig:22   | Got a crude marble ring
278794 | Zig:22   | Identified the ring "Jinesi" {rC+ EV+3 Int+2} (You found it on level 22 of a ziggurat)
278800 | Zig:22   | Identified the Papyrus of Venomous Stones
278822 | Zig:22   | Identified the quicksilver dragon scales of Agemnym {MR+ Int+4} (You found it on level 22 of a ziggurat)
278830 | Zig:22   | Got a scorched broad axe
278831 | Zig:22   | Identified the +10 broad axe of Doubt {speed, Fragile rF+ MR+ Dex+2} (You found it on level 22 of a ziggurat)
278833 | Zig:22   | Identified the Collected Works on Flamy Confrontation
278889 | Zig:23   | Entered Level 23 of a ziggurat
278961 | Zig:23   | Identified the +1 pair of boots of Pamac {rElec rPois rF+ rC+} (You found it on level 23 of a ziggurat)
278977 | Zig:23   | Got a crude ivory amulet
278978 | Zig:23   | Identified the amulet of Tittot {Faith *Drain rPois rN+ Str+9} (You found it on level 23 of a ziggurat)
278981 | Zig:23   | Got a scintillating jade ring
278983 | Zig:23   | Identified the ring "Geolig" {+Inv MP+9 SInv} (You found it on level 23 of a ziggurat)
279001 | Zig:23   | Got a scorched tin amulet
279002 | Zig:23   | Identified the amulet "Offaw" {Gourm rF+ Str+4 Int+3} (You found it on level 23 of a ziggurat)
279337 | Zig:24   | Entered Level 24 of a ziggurat
279425 | Zig:24   | Got a brightly glowing silver ring
279427 | Zig:24   | Identified the ring of Xucwomm {Ice +Blink +Fly MR+} (You found it on level 24 of a ziggurat)
279451 | Zig:24   | Got a faintly glowing copper ring
279452 | Zig:24   | Identified the ring of Vogheg {Ice rPois} (You found it on level 24 of a ziggurat)
279457 | Zig:24   | Got a transparent wooden ring
279458 | Zig:24   | Identified the ring of Tuos {*Tele SInv} (You found it on level 24 of a ziggurat)
279519 | Zig:24   | Identified the +2 pair of gloves "Ahireusi" {*Slow rElec rN++} (You found it on level 24 of a ziggurat)
279527 | Zig:24   | Identified the +1 pair of gloves "Hualemebb" {Int+2} (You found it on level 24 of a ziggurat)
279669 | Zig:25   | Entered Level 25 of a ziggurat
279812 | Zig:25   | Identified the Papyrus of Focus
279817 | Zig:25   | Got a slimy jade ring
279818 | Zig:25   | Identified the ring "Latag" {Str+6 Stlth+} (You found it on level 25 of a ziggurat)
279851 | Zig:25   | Got a scintillating granite ring
279852 | Zig:25   | Identified the ring "Segot" {Fire rPois Str+3 Dex+8 Slay-5} (You found it on level 25 of a ziggurat)
279858 | Zig:25   | Identified the Grimoire of Supportive Lightness
279860 | Zig:25   | Got a fine glass ring
279862 | Zig:25   | Identified the ring of Purih {rF+ Str+4 Int+5} (You found it on level 25 of a ziggurat)
280193 | Zig:25   | Identified the Reference Book on the Frostbite and Contamination
280241 | Zig:26   | Entered Level 26 of a ziggurat
280702 | Zig:26   | Got a warped pewter ring
280704 | Zig:26   | Identified the ring of Woashag {Wiz *Slow +Inv rElec Dex+4} (You found it on level 26 of a ziggurat)
280741 | Zig:26   | Got a flickering lapis lazuli ring
280743 | Zig:26   | Identified the ring of Vehumet's Favour {Wiz *Drain rElec MR++ Str+4} (You found it on level 26 of a ziggurat)
280755 | Zig:26   | Got a glittering wooden ring
280756 | Zig:26   | Identified the ring of Wishful Thinking {rF+ Str+5 Stlth+} (You found it on level 26 of a ziggurat)
280764 | Zig:26   | Identified the +1 cloak of the Big Bang {rN+ Str+4 SInv} (You found it on level 26 of a ziggurat)
280784 | Zig:26   | Got a crude golden amulet
280785 | Zig:26   | Identified the amulet of Estrocog {Harm *Corrode *Drain +Fly rF+ Int+5} (You found it on level 26 of a ziggurat)
280917 | Zig:27   | Entered Level 27 of a ziggurat
281090 | Zig:27   | Noticed Mupoc the pandemonium lord
281099 | Zig:27   | Killed Mupoc the pandemonium lord
281381 | Zig:27   | Got a pitted golden ring
281383 | Zig:27   | Identified the ring "Olatirepp" {rPois rC+ MP-9 Int+6 Dex+4} (You found it on level 27 of a ziggurat)
281403 | Zig:27   | Identified the +3 broad axe of Charity {drain, Dex+2} (You found it on level 27 of a ziggurat)
281411 | Zig:27   | Got a faintly glowing copper ring
281413 | Zig:27   | Identified the ring "Lonudghos" {MR+ Int+6 Slay+2 SInv} (You found it on level 27 of a ziggurat)
281418 | Zig:27   | Got a scintillating bone ring
281419 | Zig:27   | Identified the ring "Maaqyrchitso" {Fire -Tele rElec rPois Dex+5} (You found it on level 27 of a ziggurat)
281547 | Zig:27   | Identified the cursed +1 eveningstar "Buvock" {flame, MR+ Stlth+} (You found it on level 27 of a ziggurat)
281632 | Depths:2 | Identified the +0 helmet of Simm {+Inv rPois rN++ Str-5 Int+4} (You acquired it on level 2 of the Depths)
281633 | Depths:2 | Identified the +1 cloak "Qomokk" {-Tele +Inv rF- MR+++} (You acquired it on level 2 of the Depths)
281634 | Depths:2 | Identified the +1 pair of boots of Ateklouz {rF+ Int+2} (You acquired it on level 2 of the Depths)
281635 | Depths:2 | Identified the +2 cloak "Qoiraxt" {Str+5} (You acquired it on level 2 of the Depths)
281674 | Zig:1    | Entered Level 1 of a ziggurat
281701 | Zig:2    | Entered Level 2 of a ziggurat
281788 | Zig:3    | Entered Level 3 of a ziggurat
281857 | Zig:3    | Got a coiled pewter ring
281860 | Zig:3    | Identified the ring of Kuanox {rF+ Int+5 Dex+4} (You found it on level 3 of a ziggurat)
281902 | Zig:4    | Entered Level 4 of a ziggurat
281964 | Zig:5    | Entered Level 5 of a ziggurat
282123 | Zig:6    | Entered Level 6 of a ziggurat
282159 | Zig:6    | Got a translucent emerald amulet
282160 | Zig:6    | Identified the amulet "Xytecodd" {Faith +Inv} (You found it on level 6 of a ziggurat)
282182 | Zig:7    | Entered Level 7 of a ziggurat
282276 | Zig:7    | Identified the +3 fustibalus "Yxesoeso" {venom, rElec rC- rN+++ MR+} (You found it on level 7 of a ziggurat)
282301 | Zig:8    | Entered Level 8 of a ziggurat
282413 | Zig:9    | Entered Level 9 of a ziggurat
282440 | Zig:9    | Got a slimy bronze amulet
282441 | Zig:9    | Identified the amulet of Xiast {Gourm Int+3} (You found it on level 9 of a ziggurat)
282496 | Zig:10   | Entered Level 10 of a ziggurat
282496 | Zig:10   | Noticed an ancient lich
282496 | Zig:10   | Noticed an ancient lich
282496 | Zig:10   | Noticed an ancient lich
282496 | Zig:10   | Noticed an ancient lich
282498 | Zig:10   | Killed an ancient lich
282498 | Zig:10   | Killed an ancient lich
282498 | Zig:10   | Killed an ancient lich
282498 | Zig:10   | Killed an ancient lich
282503 | Zig:10   | Noticed an ancient lich
282504 | Zig:10   | Noticed an ancient lich
282504 | Zig:10   | Noticed an ancient lich
282505 | Zig:10   | Noticed an ancient lich
282506 | Zig:10   | Noticed an ancient lich
282506 | Zig:10   | Noticed an ancient lich
282506 | Zig:10   | Noticed an ancient lich
282507 | Zig:10   | Noticed an ancient lich
282508 | Zig:10   | Noticed an ancient lich
282509 | Zig:10   | Killed an ancient lich
282509 | Zig:10   | Killed an ancient lich
282509 | Zig:10   | Killed an ancient lich
282509 | Zig:10   | Killed an ancient lich
282510 | Zig:10   | Killed an ancient lich
282510 | Zig:10   | Killed an ancient lich
282510 | Zig:10   | Killed an ancient lich
282511 | Zig:10   | Killed an ancient lich
282512 | Zig:10   | Killed an ancient lich
282513 | Zig:10   | Noticed an ancient lich
282519 | Zig:10   | Killed an ancient lich
282598 | Zig:11   | Entered Level 11 of a ziggurat
282624 | Zig:11   | Noticed Hakkougi the pandemonium lord
282634 | Zig:11   | Killed Hakkougi the pandemonium lord
282778 | Zig:12   | Entered Level 12 of a ziggurat
282778 | Zig:12   | Noticed a greater mummy
282778 | Zig:12   | Noticed a greater mummy
282778 | Zig:12   | Noticed a greater mummy
282778 | Zig:12   | Noticed a greater mummy
282778 | Zig:12   | Noticed a greater mummy
282778 | Zig:12   | Noticed a greater mummy
282778 | Zig:12   | Noticed a greater mummy
282778 | Zig:12   | Noticed a greater mummy
282780 | Zig:12   | Noticed a greater mummy
282781 | Zig:12   | Killed a greater mummy
282781 | Zig:12   | Killed a greater mummy
282781 | Zig:12   | Killed a greater mummy
282781 | Zig:12   | Killed a greater mummy
282782 | Zig:12   | Noticed a greater mummy
282782 | Zig:12   | Noticed a greater mummy
282782 | Zig:12   | Killed a greater mummy
282782 | Zig:12   | Killed a greater mummy
282783 | Zig:12   | Killed a greater mummy
282784 | Zig:12   | Noticed a greater mummy
282784 | Zig:12   | Killed a greater mummy
282784 | Zig:12   | Killed a greater mummy
282786 | Zig:12   | Noticed a greater mummy
282786 | Zig:12   | Noticed a greater mummy
282788 | Zig:12   | Noticed a greater mummy
282788 | Zig:12   | Killed a greater mummy
282789 | Zig:12   | Killed a greater mummy
282789 | Zig:12   | Killed a greater mummy
282789 | Zig:12   | Killed a greater mummy
282790 | Zig:12   | Noticed a greater mummy
282790 | Zig:12   | Noticed a greater mummy
282790 | Zig:12   | Noticed a greater mummy
282790 | Zig:12   | Killed a greater mummy
282791 | Zig:12   | Killed a greater mummy
282792 | Zig:12   | Noticed a greater mummy
282792 | Zig:12   | Noticed a greater mummy
282792 | Zig:12   | Noticed a greater mummy
282794 | Zig:12   | Noticed a greater mummy
282795 | Zig:12   | Killed a greater mummy
282795 | Zig:12   | Killed a greater mummy
282795 | Zig:12   | Killed a greater mummy
282796 | Zig:12   | Noticed a greater mummy
282796 | Zig:12   | Killed a greater mummy
282796 | Zig:12   | Killed a greater mummy
282797 | Zig:12   | Killed a greater mummy
282797 | Zig:12   | Killed a greater mummy
282799 | Zig:12   | Killed a greater mummy
282818 | Zig:12   | Identified the Tome of Moulding and Air
282828 | Zig:12   | Got a sparkling turquoise ring
282830 | Zig:12   | Identified the ring "Wouferi" {+Fly rPois rC+ Str-2} (You found it on level 12 of a ziggurat)
282846 | Zig:12   | Got an ancient pewter ring
282847 | Zig:12   | Identified the ring of Balance {rElec MR+ Slay+4} (You found it on level 12 of a ziggurat)
282902 | Zig:13   | Entered Level 13 of a ziggurat
282902 | Zig:13   | Noticed an ancient lich
282902 | Zig:13   | Noticed an ancient lich
282902 | Zig:13   | Noticed an ancient lich
282902 | Zig:13   | Noticed an ancient lich
282902 | Zig:13   | Noticed an ancient lich
282902 | Zig:13   | Noticed an ancient lich
282904 | Zig:13   | Killed an ancient lich
282904 | Zig:13   | Killed an ancient lich
282904 | Zig:13   | Killed an ancient lich
282905 | Zig:13   | Killed an ancient lich
282905 | Zig:13   | Killed an ancient lich
282906 | Zig:13   | Noticed an ancient lich
282906 | Zig:13   | Noticed an ancient lich
282906 | Zig:13   | Noticed an ancient lich
282906 | Zig:13   | Killed an ancient lich
282907 | Zig:13   | Noticed an ancient lich
282908 | Zig:13   | Noticed an ancient lich
282908 | Zig:13   | Noticed an ancient lich
282908 | Zig:13   | Noticed an ancient lich
282909 | Zig:13   | Noticed an ancient lich
282909 | Zig:13   | Noticed an ancient lich
282911 | Zig:13   | Killed an ancient lich
282911 | Zig:13   | Killed an ancient lich
282911 | Zig:13   | Killed an ancient lich
282911 | Zig:13   | Killed an ancient lich
282911 | Zig:13   | Killed an ancient lich
282911 | Zig:13   | Killed an ancient lich
282912 | Zig:13   | Noticed an ancient lich
282913 | Zig:13   | Killed an ancient lich
282915 | Zig:13   | Noticed an ancient lich
282916 | Zig:13   | Noticed an ancient lich
282916 | Zig:13   | Killed an ancient lich
282917 | Zig:13   | Noticed an ancient lich
282917 | Zig:13   | Noticed an ancient lich
282917 | Zig:13   | Killed an ancient lich
282917 | Zig:13   | Killed an ancient lich
282920 | Zig:13   | Killed an ancient lich
282920 | Zig:13   | Killed an ancient lich
282920 | Zig:13   | Killed an ancient lich
282920 | Zig:13   | Killed an ancient lich
282928 | Zig:13   | Identified the +7 broad axe "Gusymn" {vamp, rN+ Str+4} (You found it on level 13 of a ziggurat)
282930 | Zig:13   | Got a brightly glowing brass ring
282931 | Zig:13   | Identified the ring of Yquosu {Fire rN+ Int-5 Stlth+} (You found it on level 13 of a ziggurat)
282962 | Zig:13   | Got a warped iron ring
283033 | Zig:14   | Entered Level 14 of a ziggurat
283033 | Zig:14   | Noticed an ancient lich
283033 | Zig:14   | Noticed an ancient lich
283033 | Zig:14   | Noticed an ancient lich
283033 | Zig:14   | Noticed an ancient lich
283036 | Zig:14   | Noticed an ancient lich
283036 | Zig:14   | Killed an ancient lich
283036 | Zig:14   | Killed an ancient lich
283036 | Zig:14   | Killed an ancient lich
283037 | Zig:14   | Noticed an ancient lich
283037 | Zig:14   | Noticed an ancient lich
283037 | Zig:14   | Killed an ancient lich
283038 | Zig:14   | Killed an ancient lich
283042 | Zig:14   | Killed an ancient lich
283043 | Zig:14   | Noticed an ancient lich
283044 | Zig:14   | Killed an ancient lich
283046 | Zig:14   | Noticed an ancient lich
283046 | Zig:14   | Noticed an ancient lich
283046 | Zig:14   | Killed an ancient lich
283047 | Zig:14   | Noticed an ancient lich
283047 | Zig:14   | Noticed an ancient lich
283048 | Zig:14   | Noticed an ancient lich
283048 | Zig:14   | Killed an ancient lich
283049 | Zig:14   | Noticed an ancient lich
283049 | Zig:14   | Noticed an ancient lich
283049 | Zig:14   | Noticed an ancient lich
283049 | Zig:14   | Noticed an ancient lich
283049 | Zig:14   | Killed an ancient lich
283049 | Zig:14   | Killed an ancient lich
283049 | Zig:14   | Killed an ancient lich
283051 | Zig:14   | Noticed an ancient lich
283052 | Zig:14   | Noticed an ancient lich
283052 | Zig:14   | Killed an ancient lich
283052 | Zig:14   | Killed an ancient lich
283052 | Zig:14   | Killed an ancient lich
283052 | Zig:14   | Killed an ancient lich
283052 | Zig:14   | Killed an ancient lich
283052 | Zig:14   | Killed an ancient lich
283055 | Zig:14   | Killed an ancient lich
283066 | Zig:14   | Got a shimmering tin ring
283135 | Zig:14   | Got an ancient bronze amulet
283136 | Zig:14   | Identified the amulet "Esuut" {Harm *Drain rElec Dex+2} (You found it on level 14 of a ziggurat)
283157 | Zig:14   | Identified the cursed +2 broad axe "Demon's Death" {chop, Str+4} (You found it on level 14 of a ziggurat)
283160 | Zig:14   | Identified the ring of Tulips {Ice MP+9 Str+5} (You found it on level 13 of a ziggurat)
283164 | Zig:14   | Identified the ring of Mabeaxt {AC+3 Dex+4} (You found it on level 14 of a ziggurat)
283194 | Zig:15   | Entered Level 15 of a ziggurat
283194 | Zig:15   | Noticed a greater mummy
283194 | Zig:15   | Noticed a greater mummy
283194 | Zig:15   | Noticed a greater mummy
283194 | Zig:15   | Noticed a greater mummy
283194 | Zig:15   | Noticed a greater mummy
283194 | Zig:15   | Noticed a greater mummy
283194 | Zig:15   | Noticed a greater mummy
283194 | Zig:15   | Noticed a greater mummy
283197 | Zig:15   | Noticed a greater mummy
283197 | Zig:15   | Noticed a greater mummy
283198 | Zig:15   | Killed a greater mummy
283198 | Zig:15   | Killed a greater mummy
283199 | Zig:15   | Killed a greater mummy
283199 | Zig:15   | Killed a greater mummy
283201 | Zig:15   | Noticed a greater mummy
283203 | Zig:15   | Noticed a greater mummy
283203 | Zig:15   | Killed a greater mummy
283203 | Zig:15   | Killed a greater mummy
283203 | Zig:15   | Killed a greater mummy
283203 | Zig:15   | Killed a greater mummy
283204 | Zig:15   | Noticed a greater mummy
283204 | Zig:15   | Noticed a greater mummy
283204 | Zig:15   | Killed a greater mummy
283205 | Zig:15   | Noticed a greater mummy
283205 | Zig:15   | Killed a greater mummy
283206 | Zig:15   | Noticed a greater mummy
283206 | Zig:15   | Killed a greater mummy
283206 | Zig:15   | Killed a greater mummy
283207 | Zig:15   | Noticed a greater mummy
283207 | Zig:15   | Killed a greater mummy
283208 | Zig:15   | Noticed a greater mummy
283209 | Zig:15   | Killed a greater mummy
283209 | Zig:15   | Killed a greater mummy
283209 | Zig:15   | Killed a greater mummy
283210 | Zig:15   | Noticed a greater mummy
283210 | Zig:15   | Noticed a greater mummy
283210 | Zig:15   | Noticed a greater mummy
283211 | Zig:15   | Noticed a greater mummy
283211 | Zig:15   | Noticed a greater mummy
283213 | Zig:15   | Noticed a greater mummy
283213 | Zig:15   | Killed a greater mummy
283213 | Zig:15   | Killed a greater mummy
283214 | Zig:15   | Killed a greater mummy
283214 | Zig:15   | Killed a greater mummy
283214 | Zig:15   | Killed a greater mummy
283214 | Zig:15   | Killed a greater mummy
283214 | Zig:15   | Killed a greater mummy
283221 | Zig:15   | Killed a greater mummy
283231 | Zig:15   | Got a pitted steel ring
283233 | Zig:15   | Identified the ring "Zomotoxe" {+Fly rN+ AC+1} (You found it on level 15 of a ziggurat)
283238 | Zig:15   | Identified the Guide on Companions and Shape Shifting
283243 | Zig:15   | Got a smoking granite ring
283244 | Zig:15   | Identified the ring of Royalty {rElec Str+4 Dex-3 Stlth+} (You found it on level 15 of a ziggurat)
283319 | Zig:16   | Entered Level 16 of a ziggurat
283448 | Zig:16   | Got a glittering copper ring
283450 | Zig:16   | Identified the ring "Tauxoeppou" {*Tele +Fly rElec Str+2} (You found it on level 16 of a ziggurat)
283458 | Zig:16   | Got a warped ivory amulet
283459 | Zig:16   | Identified the amulet of Xeumogun {Reflect +Fly Str+2 SH+5} (You found it on level 16 of a ziggurat)
283478 | Zig:16   | Got a bound golden ring
283479 | Zig:16   | Identified the ring "Qygilaxu" {*Tele +Fly rPois} (You found it on level 16 of a ziggurat)
283549 | Zig:17   | Entered Level 17 of a ziggurat
283757 | Zig:18   | Entered Level 18 of a ziggurat
283890 | Zig:18   | Identified Sif Muna's Almanac of Lightness and Companions
283923 | Zig:18   | Got a pitted silver ring
283925 | Zig:18   | Identified the ring "Hodypt" {rC+ MP+9 Str+5} (You found it on level 18 of a ziggurat)
283926 | Zig:18   | Identified the Tome of Creation
283977 | Zig:19   | Entered Level 19 of a ziggurat
283977 | Zig:19   | Noticed an ancient lich
283977 | Zig:19   | Noticed an ancient lich
283977 | Zig:19   | Noticed an ancient lich
283977 | Zig:19   | Noticed an ancient lich
283979 | Zig:19   | Noticed an ancient lich
283979 | Zig:19   | Killed an ancient lich
283979 | Zig:19   | Killed an ancient lich
283979 | Zig:19   | Killed an ancient lich
283980 | Zig:19   | Killed an ancient lich
283981 | Zig:19   | Noticed an ancient lich
283981 | Zig:19   | Killed an ancient lich
283982 | Zig:19   | Noticed an ancient lich
283982 | Zig:19   | Noticed an ancient lich
283982 | Zig:19   | Noticed an ancient lich
283983 | Zig:19   | Noticed an ancient lich
283983 | Zig:19   | Noticed an ancient lich
283983 | Zig:19   | Noticed an ancient lich
283983 | Zig:19   | Noticed an ancient lich
283984 | Zig:19   | Noticed an ancient lich
283984 | Zig:19   | Noticed an ancient lich
283984 | Zig:19   | Noticed an ancient lich
283984 | Zig:19   | Noticed an ancient lich
283985 | Zig:19   | Noticed an ancient lich
283985 | Zig:19   | Noticed an ancient lich
283985 | Zig:19   | Noticed an ancient lich
283986 | Zig:19   | Killed an ancient lich
283986 | Zig:19   | Killed an ancient lich
283986 | Zig:19   | Killed an ancient lich
283986 | Zig:19   | Killed an ancient lich
283986 | Zig:19   | Killed an ancient lich
283986 | Zig:19   | Killed an ancient lich
283986 | Zig:19   | Killed an ancient lich
283986 | Zig:19   | Killed an ancient lich
283987 | Zig:19   | Noticed an ancient lich
283987 | Zig:19   | Noticed an ancient lich
283989 | Zig:19   | Killed an ancient lich
283989 | Zig:19   | Killed an ancient lich
283989 | Zig:19   | Killed an ancient lich
283989 | Zig:19   | Killed an ancient lich
283989 | Zig:19   | Killed an ancient lich
283990 | Zig:19   | Killed an ancient lich
283990 | Zig:19   | Killed an ancient lich
283992 | Zig:19   | Killed an ancient lich
283992 | Zig:19   | Killed an ancient lich
283993 | Zig:19   | Noticed an ancient lich
283994 | Zig:19   | Noticed an ancient lich
283996 | Zig:19   | Killed an ancient lich
284000 | Zig:19   | Killed an ancient lich
284003 | Zig:19   | Noticed an ancient lich
284006 | Zig:19   | Killed an ancient lich
284040 | Zig:19   | Got a coiled golden ring
284042 | Zig:19   | Identified the ring of Daisies {*Drain rPois rC+ rN+} (You found it on level 19 of a ziggurat)
284051 | Zig:19   | Got a brightly glowing iron ring
284052 | Zig:19   | Identified the ring of Pecziw {rElec rF+ Str-2 Dex+5} (You found it on level 19 of a ziggurat)
284057 | Zig:19   | Got a glittering lapis lazuli ring
284058 | Zig:19   | Identified the ring "Setion" {+Blink Int+2 Stlth-} (You found it on level 19 of a ziggurat)
284089 | Zig:19   | Got a wavering glass ring
284090 | Zig:19   | Identified the ring of Nooceis {Wiz Stlth+} (You found it on level 19 of a ziggurat)
284096 | Zig:19   | Got a wavering lapis lazuli ring
284097 | Zig:19   | Identified the ring of Lucidity {rN+ MR+ SInv} (You found it on level 19 of a ziggurat)
284102 | Zig:19   | Got a smoking silver ring
284103 | Zig:19   | Identified the ring "Esari" {Fire Dex+2} (You found it on level 19 of a ziggurat)
284160 | Zig:19   | Identified the +2 helmet "Diheojir" {+Fly rPois MR+ Int-4} (You found it on level 19 of a ziggurat)
284170 | Zig:19   | Identified the +0 pair of gloves of Umae {rPois rF- rN++ Stlth+} (You found it on level 19 of a ziggurat)
284175 | Zig:19   | Identified the +0 gold dragon scales "Biat" {-Cast *Corrode +Fly rPois rF+ rC+ Str+5} (You found it on level 19 of a ziggurat)
284210 | Zig:20   | Entered Level 20 of a ziggurat
284210 | Zig:20   | Noticed an ancient lich
284210 | Zig:20   | Noticed an ancient lich
284210 | Zig:20   | Noticed an ancient lich
284210 | Zig:20   | Noticed an ancient lich
284210 | Zig:20   | Noticed an ancient lich
284210 | Zig:20   | Noticed an ancient lich
284210 | Zig:20   | Noticed an ancient lich
284210 | Zig:20   | Noticed an ancient lich
284210 | Zig:20   | Noticed an ancient lich
284210 | Zig:20   | Noticed an ancient lich
284210 | Zig:20   | Noticed an ancient lich
284210 | Zig:20   | Noticed an ancient lich
284210 | Zig:20   | Noticed an ancient lich
284210 | Zig:20   | Noticed an ancient lich
284210 | Zig:20   | Noticed an ancient lich
284210 | Zig:20   | Noticed an ancient lich
284212 | Zig:20   | Killed an ancient lich
284212 | Zig:20   | Killed an ancient lich
284212 | Zig:20   | Killed an ancient lich
284212 | Zig:20   | Killed an ancient lich
284212 | Zig:20   | Killed an ancient lich
284212 | Zig:20   | Killed an ancient lich
284213 | Zig:20   | Noticed an ancient lich
284213 | Zig:20   | Killed an ancient lich
284213 | Zig:20   | Killed an ancient lich
284213 | Zig:20   | Killed an ancient lich
284213 | Zig:20   | Killed an ancient lich
284213 | Zig:20   | Killed an ancient lich
284213 | Zig:20   | Killed an ancient lich
284213 | Zig:20   | Killed an ancient lich
284214 | Zig:20   | Noticed an ancient lich
284214 | Zig:20   | Noticed an ancient lich
284214 | Zig:20   | Noticed an ancient lich
284214 | Zig:20   | Killed an ancient lich
284214 | Zig:20   | Killed an ancient lich
284215 | Zig:20   | Noticed an ancient lich
284215 | Zig:20   | Noticed an ancient lich
284215 | Zig:20   | Killed an ancient lich
284216 | Zig:20   | Noticed an ancient lich
284216 | Zig:20   | Noticed an ancient lich
284216 | Zig:20   | Killed an ancient lich
284217 | Zig:20   | Noticed an ancient lich
284217 | Zig:20   | Noticed an ancient lich
284217 | Zig:20   | Noticed an ancient lich
284217 | Zig:20   | Noticed an ancient lich
284218 | Zig:20   | Noticed an ancient lich
284219 | Zig:20   | Noticed an ancient lich
284219 | Zig:20   | Noticed an ancient lich
284219 | Zig:20   | Noticed an ancient lich
284219 | Zig:20   | Noticed an ancient lich
284219 | Zig:20   | Noticed an ancient lich
284220 | Zig:20   | Noticed an ancient lich
284220 | Zig:20   | Noticed an ancient lich
284221 | Zig:20   | Killed an ancient lich
284221 | Zig:20   | Killed an ancient lich
284221 | Zig:20   | Killed an ancient lich
284221 | Zig:20   | Killed an ancient lich
284221 | Zig:20   | Killed an ancient lich
284221 | Zig:20   | Killed an ancient lich
284221 | Zig:20   | Killed an ancient lich
284221 | Zig:20   | Killed an ancient lich
284221 | Zig:20   | Killed an ancient lich
284221 | Zig:20   | Killed an ancient lich
284221 | Zig:20   | Killed an ancient lich
284222 | Zig:20   | Noticed an ancient lich
284222 | Zig:20   | Noticed an ancient lich
284222 | Zig:20   | Noticed an ancient lich
284222 | Zig:20   | Noticed an ancient lich
284222 | Zig:20   | Noticed an ancient lich
284222 | Zig:20   | Noticed an ancient lich
284222 | Zig:20   | Noticed an ancient lich
284222 | Zig:20   | Killed an ancient lich
284222 | Zig:20   | Killed an ancient lich
284222 | Zig:20   | Killed an ancient lich
284222 | Zig:20   | Killed an ancient lich
284223 | Zig:20   | Noticed an ancient lich
284223 | Zig:20   | Noticed an ancient lich
284223 | Zig:20   | Noticed an ancient lich
284223 | Zig:20   | Noticed an ancient lich
284223 | Zig:20   | Killed an ancient lich
284223 | Zig:20   | Killed an ancient lich
284223 | Zig:20   | Killed an ancient lich
284223 | Zig:20   | Killed an ancient lich
284224 | Zig:20   | Noticed an ancient lich
284224 | Zig:20   | Noticed an ancient lich
284224 | Zig:20   | Noticed an ancient lich
284224 | Zig:20   | Killed an ancient lich
284225 | Zig:20   | Killed an ancient lich
284225 | Zig:20   | Killed an ancient lich
284225 | Zig:20   | Killed an ancient lich
284225 | Zig:20   | Killed an ancient lich
284225 | Zig:20   | Killed an ancient lich
284225 | Zig:20   | Killed an ancient lich
284225 | Zig:20   | Killed an ancient lich
284226 | Zig:20   | Noticed an ancient lich
284226 | Zig:20   | Noticed an ancient lich
284226 | Zig:20   | Noticed an ancient lich
284226 | Zig:20   | Noticed an ancient lich
284226 | Zig:20   | Noticed an ancient lich
284226 | Zig:20   | Noticed an ancient lich
284226 | Zig:20   | Noticed an ancient lich
284226 | Zig:20   | Noticed an ancient lich
284226 | Zig:20   | Noticed an ancient lich
284226 | Zig:20   | Killed an ancient lich
284226 | Zig:20   | Killed an ancient lich
284227 | Zig:20   | Noticed an ancient lich
284227 | Zig:20   | Noticed an ancient lich
284227 | Zig:20   | Noticed an ancient lich
284227 | Zig:20   | Noticed an ancient lich
284227 | Zig:20   | Noticed an ancient lich
284227 | Zig:20   | Noticed an ancient lich
284227 | Zig:20   | Noticed an ancient lich
284229 | Zig:20   | Noticed an ancient lich
284231 | Zig:20   | Noticed an ancient lich
284231 | Zig:20   | Killed an ancient lich
284231 | Zig:20   | Killed an ancient lich
284231 | Zig:20   | Killed an ancient lich
284232 | Zig:20   | Killed an ancient lich
284232 | Zig:20   | Killed an ancient lich
284233 | Zig:20   | Killed an ancient lich
284233 | Zig:20   | Killed an ancient lich
284233 | Zig:20   | Killed an ancient lich
284233 | Zig:20   | Killed an ancient lich
284233 | Zig:20   | Killed an ancient lich
284233 | Zig:20   | Killed an ancient lich
284233 | Zig:20   | Killed an ancient lich
284234 | Zig:20   | Noticed an ancient lich
284234 | Zig:20   | Killed an ancient lich
284234 | Zig:20   | Killed an ancient lich
284234 | Zig:20   | Killed an ancient lich
284234 | Zig:20   | Killed an ancient lich
284234 | Zig:20   | Killed an ancient lich
284235 | Zig:20   | Noticed an ancient lich
284235 | Zig:20   | Killed an ancient lich
284235 | Zig:20   | Killed an ancient lich
284235 | Zig:20   | Killed an ancient lich
284235 | Zig:20   | Killed an ancient lich
284235 | Zig:20   | Killed an ancient lich
284241 | Zig:20   | Killed an ancient lich
284241 | Zig:20   | Killed an ancient lich
284248 | Zig:20   | Identified the Compendium of Creation
284313 | Zig:20   | Got a scorched bone ring
284315 | Zig:20   | Identified the ring "Oxez" {Wiz rElec rC- rN+ MR+++} (You found it on level 20 of a ziggurat)
284338 | Zig:20   | Identified Sif Muna's Incunabulum of Shifting Execration
284345 | Zig:20   | Got a vibrating lead ring
284347 | Zig:20   | Identified the ring of Secrets {Wiz Dex+3} (You found it on level 20 of a ziggurat)
284353 | Zig:20   | Got a sparkling graven amulet
284354 | Zig:20   | Identified the amulet "Zaled" {RegenMP rF+} (You found it on level 20 of a ziggurat)
284372 | Zig:20   | Identified the +4 broad axe "Iruhoc" {freeze, rC++ Stlth+} (You found it on level 20 of a ziggurat)
284403 | Zig:21   | Entered Level 21 of a ziggurat
284437 | Zig:21   | Paralysed by a floating eye for 3 turns
284490 | Zig:21   | Identified the +2 pair of boots of the Yeti {rElec Int-3 Slay+4 Stlth+} (You found it on level 21 of a ziggurat)
284496 | Zig:21   | Got a scintillating brass ring
284497 | Zig:21   | Identified the ring of Dawn {Fire rElec} (You found it on level 21 of a ziggurat)
284510 | Zig:21   | Got a warped silver amulet
284511 | Zig:21   | Identified the amulet "Uckoavvu" {Gourm +Inv rElec Str+5 Int-2} (You found it on level 21 of a ziggurat)
284538 | Zig:21   | Got a scintillating iron ring
284539 | Zig:21   | Identified the ring "Wucedut" {+Blink rF+ Dex+3} (You found it on level 21 of a ziggurat)
284598 | Zig:21   | Identified Coytrim Pyokh's Compendium of Confrontation
284601 | Zig:21   | Identified Pyfeott's Papyrus of the Birds and Enchantment
284612 | Zig:22   | Entered Level 22 of a ziggurat
284676 | Zig:22   | Identified Sif Muna's Guide on the Ensnaring Blaze
284695 | Zig:22   | Got a clouded golden ring
284697 | Zig:22   | Identified the ring "Leneqach" {rCorr Str+3} (You found it on level 22 of a ziggurat)
284701 | Zig:22   | Got a coiled steel ring
284703 | Zig:22   | Identified the ring "Isuatel" {MR+ Dex+5} (You found it on level 22 of a ziggurat)
284728 | Zig:22   | Identified the Disquisition on Earth and Good Luck
284847 | Zig:22   | Identified the Collected Works on the Rocks and the Frostbite
284902 | Zig:22   | Got a wavering lapis lazuli ring
284903 | Zig:22   | Identified the ring of Vint {Int+4 Dex+4 SInv Stlth-} (You found it on level 22 of a ziggurat)
284916 | Zig:22   | Got a bound glass ring
284917 | Zig:22   | Identified the cursed ring "Ixisovo" {rC+ EV-3} (You found it on level 22 of a ziggurat)
284926 | Zig:22   | Identified the Compendium of Flamy Poisoning
284930 | Zig:22   | Got a brightly glowing bronze ring
284931 | Zig:22   | Identified the ring "Ireum" {rCorr rPois MP+9} (You found it on level 22 of a ziggurat)
284935 | Zig:22   | Got a fine iron ring
284936 | Zig:22   | Identified the ring of Buecyir {rElec rC+ MR- Str+9 Int-4} (You found it on level 22 of a ziggurat)
285003 | Zig:23   | Entered Level 23 of a ziggurat
285089 | Zig:23   | Got a transparent golden ring
285092 | Zig:23   | Identified the ring "Joelimil" {rCorr MP+9} (You found it on level 23 of a ziggurat)
285096 | Zig:23   | Got a heavily runed silver ring
285097 | Zig:23   | Identified the ring of Natievie {Fire Dex-4 Slay+5} (You found it on level 23 of a ziggurat)
285105 | Zig:23   | Got a translucent amber ring
285106 | Zig:23   | Identified the ring "Qotumuam" {*Tele +Fly Str+5 Int+4 Slay-2} (You found it on level 23 of a ziggurat)
285111 | Zig:23   | Got a twitching wooden ring
285112 | Zig:23   | Identified the ring "Vofylun" {rPois rC+ Str+3} (You found it on level 23 of a ziggurat)
285147 | Zig:23   | Identified the Catalogue of the Frostbite and Flight
285237 | Zig:24   | Entered Level 24 of a ziggurat
285332 | Zig:24   | Got a faintly glowing turquoise ring
285333 | Zig:24   | Identified the ring of Suspected Treachery {Wiz rPois} (You found it on level 24 of a ziggurat)
285341 | Zig:24   | Got a warped bronze ring
285342 | Zig:24   | Identified the ring of Sin {rF+ MP+9} (You found it on level 24 of a ziggurat)
285348 | Zig:24   | Got a warped pewter amulet
285349 | Zig:24   | Identified the amulet "Iluvikk" {Faith rF+} (You found it on level 24 of a ziggurat)
285510 | Zig:24   | Identified the Papyrus of Clay
285549 | Zig:24   | Identified the +0 pair of gloves "Ynok" {Str+4 Int+7 Stlth+} (You found it on level 24 of a ziggurat)
285578 | Zig:25   | Entered Level 25 of a ziggurat
285695 | Zig:25   | Identified Giapnah's Volume of Ashen Cold
285698 | Zig:25   | Got a transparent granite ring
285700 | Zig:25   | Identified the ring "Uroj" {rN+ Str+3} (You found it on level 25 of a ziggurat)
285762 | Zig:26   | Entered Level 26 of a ziggurat
285762 | Zig:26   | Noticed Homik the pandemonium lord
285762 | Zig:26   | Noticed Doxue the pandemonium lord
285762 | Zig:26   | Noticed Jiafinaopn the pandemonium lord
285762 | Zig:26   | Noticed Nupnuqo the pandemonium lord
285762 | Zig:26   | Noticed Supucw the pandemonium lord
285762 | Zig:26   | Noticed Migikh the pandemonium lord
285762 | Zig:26   | Noticed Oczael Qido the pandemonium lord
285762 | Zig:26   | Noticed Xuatum the pandemonium lord
285762 | Zig:26   | Noticed Zouracku the pandemonium lord
285762 | Zig:26   | Noticed Suiliexzucw the pandemonium lord
285762 | Zig:26   | Noticed Boshaw the pandemonium lord
285762 | Zig:26   | Noticed Hococvuc the pandemonium lord
285762 | Zig:26   | Noticed Byagreegh the pandemonium lord
285762 | Zig:26   | Noticed Omeuhoen the pandemonium lord
285762 | Zig:26   | Noticed Ammun the pandemonium lord
285762 | Zig:26   | Noticed Gyrregh the pandemonium lord
285762 | Zig:26   | Noticed Xeosa the pandemonium lord
285762 | Zig:26   | Noticed Aboatyn Ygutt the pandemonium lord
285764 | Zig:26   | Noticed Eko Ekeklo the pandemonium lord
285766 | Zig:26   | Noticed Kalokum the pandemonium lord
285766 | Zig:26   | Noticed Potworud the pandemonium lord
285766 | Zig:26   | Killed Potworud the pandemonium lord
285766 | Zig:26   | Killed Migikh the pandemonium lord
285767 | Zig:26   | Noticed Soor the pandemonium lord
285767 | Zig:26   | Noticed Ciebig the pandemonium lord
285767 | Zig:26   | Noticed Ygopoula the pandemonium lord
285767 | Zig:26   | Killed Ammun the pandemonium lord
285768 | Zig:26   | Noticed Xaagocui the pandemonium lord
285768 | Zig:26   | Noticed Qelit the pandemonium lord
285768 | Zig:26   | Noticed Womain the pandemonium lord
285768 | Zig:26   | Noticed Jyuxtua the pandemonium lord
285768 | Zig:26   | Noticed Hejuck the pandemonium lord
285768 | Zig:26   | Noticed Yhoam the pandemonium lord
285768 | Zig:26   | Noticed Nuomiron the pandemonium lord
285768 | Zig:26   | Noticed Qitsustro the pandemonium lord
285768 | Zig:26   | Noticed Poynycol the pandemonium lord
285768 | Zig:26   | Noticed Avimeuh the pandemonium lord
285768 | Zig:26   | Noticed Oruosen the pandemonium lord
285768 | Zig:26   | Noticed Xafisidgh the pandemonium lord
285768 | Zig:26   | Noticed Qanigroa the pandemonium lord
285768 | Zig:26   | Noticed Kuorick the pandemonium lord
285768 | Zig:26   | Noticed Nuxkew the pandemonium lord
285768 | Zig:26   | Noticed Omajes the pandemonium lord
285768 | Zig:26   | Noticed Yvuonuq the pandemonium lord
285768 | Zig:26   | Noticed Dosayph the pandemonium lord
285768 | Zig:26   | Noticed Fyfrimm the pandemonium lord
285768 | Zig:26   | Noticed Wook the pandemonium lord
285768 | Zig:26   | Noticed Kucit the pandemonium lord
285768 | Zig:26   | Noticed Lanoamm the pandemonium lord
285769 | Zig:26   | Noticed Zuodos the pandemonium lord
285769 | Zig:26   | Noticed Raovud the pandemonium lord
285769 | Zig:26   | Noticed Qyuh the pandemonium lord
285769 | Zig:26   | Noticed Xirrit the pandemonium lord
285773 | Zig:26   | Killed Homik the pandemonium lord
285773 | Zig:26   | Killed Omeuhoen the pandemonium lord
285773 | Zig:26   | Killed Laustrepp the pandemonium lord
285774 | Zig:26   | Noticed Woufoid the pandemonium lord
285774 | Zig:26   | Noticed Onyra the pandemonium lord
285779 | Zig:26   | Killed Kalokum the pandemonium lord
285779 | Zig:26   | Killed Qyuh the pandemonium lord
285779 | Zig:26   | Killed Xuatum the pandemonium lord
285779 | Zig:26   | Killed Codgh the pandemonium lord
285779 | Zig:26   | Killed Fyfrimm the pandemonium lord
285779 | Zig:26   | Killed Gyrregh the pandemonium lord
285780 | Zig:26   | Killed Gamoac the pandemonium lord
285780 | Zig:26   | Killed Wook the pandemonium lord
285781 | Zig:26   | Killed Yvuonuq the pandemonium lord
285781 | Zig:26   | Killed Qitsustro the pandemonium lord
285781 | Zig:26   | Killed Hejuck the pandemonium lord
285781 | Zig:26   | Killed Dosayph the pandemonium lord
285781 | Zig:26   | Killed Poynycol the pandemonium lord
285781 | Zig:26   | Killed Xeosa the pandemonium lord
285782 | Zig:26   | Noticed Xinoit the pandemonium lord
285784 | Zig:26   | Noticed Tyrur the pandemonium lord
285784 | Zig:26   | Noticed Lurphuenucvo the pandemonium lord
285784 | Zig:26   | Noticed Huemmud the pandemonium lord
285784 | Zig:26   | Noticed Dureria the pandemonium lord
285784 | Zig:26   | Noticed Acvask the pandemonium lord
285784 | Zig:26   | Noticed Riqatov the pandemonium lord
285784 | Zig:26   | Noticed Muuggayrgh the pandemonium lord
285784 | Zig:26   | Noticed Maimna the pandemonium lord
285784 | Zig:26   | Noticed Otaal the pandemonium lord
285784 | Zig:26   | Noticed Zoanlogi the pandemonium lord
285784 | Zig:26   | Noticed Riyss the pandemonium lord
285784 | Zig:26   | Noticed Puurompopes the pandemonium lord
285784 | Zig:26   | Noticed Ixzeuwogh the pandemonium lord
285784 | Zig:26   | Noticed Appat the pandemonium lord
285784 | Zig:26   | Noticed Fimocic the pandemonium lord
285784 | Zig:26   | Noticed Zioh the pandemonium lord
285784 | Zig:26   | Noticed Oxuugog the pandemonium lord
285787 | Zig:26   | Killed Zouracku the pandemonium lord
285787 | Zig:26   | Killed Maimna the pandemonium lord
285787 | Zig:26   | Killed Byagreegh the pandemonium lord
285787 | Zig:26   | Killed Otaal the pandemonium lord
285787 | Zig:26   | Killed Womain the pandemonium lord
285787 | Zig:26   | Killed Nupnuqo the pandemonium lord
285787 | Zig:26   | Killed Riyss the pandemonium lord
285787 | Zig:26   | Killed Jiafinaopn the pandemonium lord
285789 | Zig:26   | Killed Tyrur the pandemonium lord
285789 | Zig:26   | Killed Ciebig the pandemonium lord
285789 | Zig:26   | Killed Soor the pandemonium lord
285789 | Zig:26   | Killed Zoanlogi the pandemonium lord
285789 | Zig:26   | Killed Appat the pandemonium lord
285789 | Zig:26   | Killed Supucw the pandemonium lord
285789 | Zig:26   | Killed Woufoid the pandemonium lord
285791 | Zig:26   | Noticed Fofish the pandemonium lord
285791 | Zig:26   | Killed Xirrit the pandemonium lord
285791 | Zig:26   | Killed Muuggayrgh the pandemonium lord
285791 | Zig:26   | Killed Huemmud the pandemonium lord
285791 | Zig:26   | Killed Oczael Qido the pandemonium lord
285794 | Zig:26   | Killed Dureria the pandemonium lord
285794 | Zig:26   | Killed Zoac the pandemonium lord
285794 | Zig:26   | Killed Xaagocui the pandemonium lord
285796 | Zig:26   | Killed Jyuxtua the pandemonium lord
285796 | Zig:26   | Killed Boshaw the pandemonium lord
285796 | Zig:26   | Killed Kuorick the pandemonium lord
285796 | Zig:26   | Killed Acvask the pandemonium lord
285796 | Zig:26   | Killed Highauc the pandemonium lord
285797 | Zig:26   | Killed Hococvuc the pandemonium lord
285797 | Zig:26   | Paralysed by a floating eye for 3 turns
285798 | Zig:26   | Noticed Vaxa the pandemonium lord
285799 | Zig:26   | Noticed Yfenuck the pandemonium lord
285799 | Zig:26   | Noticed Vuosys the pandemonium lord
285800 | Zig:26   | Noticed Kuegab the pandemonium lord
285805 | Zig:26   | Noticed Ewaamp the pandemonium lord
285807 | Zig:26   | Noticed Yklaqit the pandemonium lord
285807 | Zig:26   | Noticed Lepsateg the pandemonium lord
285808 | Zig:26   | Killed Qanigroa the pandemonium lord
285808 | Zig:26   | Killed Yfenuck the pandemonium lord
285808 | Zig:26   | Killed Kucit the pandemonium lord
285809 | Zig:26   | Noticed Zacyni the pandemonium lord
285810 | Zig:26   | Noticed Ydir the pandemonium lord
285810 | Zig:26   | Noticed Baesy the pandemonium lord
285810 | Zig:26   | Noticed Piemen the pandemonium lord
285810 | Zig:26   | Noticed Fonulun the pandemonium lord
285810 | Zig:26   | Noticed Olaiwk the pandemonium lord
285810 | Zig:26   | Killed Qelit the pandemonium lord
285811 | Zig:26   | Killed Ygopoula the pandemonium lord
285811 | Zig:26   | Killed Aboatyn Ygutt the pandemonium lord
285811 | Zig:26   | Killed Yhoam the pandemonium lord
285811 | Zig:26   | Killed Nuxkew the pandemonium lord
285811 | Zig:26   | Killed Xafisidgh the pandemonium lord
285814 | Zig:26   | Noticed Cenaal the pandemonium lord
285814 | Zig:26   | Noticed Poreduor the pandemonium lord
285819 | Zig:26   | Killed Lurphuenucvo the pandemonium lord
285819 | Zig:26   | Killed Fofish the pandemonium lord
285819 | Zig:26   | Killed Fimocic the pandemonium lord
285819 | Zig:26   | Killed Puurompopes the pandemonium lord
285820 | Zig:26   | Killed Suiliexzucw the pandemonium lord
285820 | Zig:26   | Killed Piemen the pandemonium lord
285820 | Zig:26   | Killed Fonulun the pandemonium lord
285822 | Zig:26   | Noticed Gocupso the pandemonium lord
285822 | Zig:26   | Noticed Emismui the pandemonium lord
285822 | Zig:26   | Killed Riqatov the pandemonium lord
285822 | Zig:26   | Killed Zuodos the pandemonium lord
285822 | Zig:26   | Killed Raovud the pandemonium lord
285823 | Zig:26   | Killed Lanoamm the pandemonium lord
285823 | Zig:26   | Killed Ydir the pandemonium lord
285823 | Zig:26   | Killed Olaiwk the pandemonium lord
285824 | Zig:26   | Noticed Ujigioz the pandemonium lord
285825 | Zig:26   | Killed Onyra the pandemonium lord
285825 | Zig:26   | Killed Lepsateg the pandemonium lord
285826 | Zig:26   | Noticed Xotiul the pandemonium lord
285826 | Zig:26   | Noticed Rorefat the pandemonium lord
285826 | Zig:26   | Noticed Rinu the pandemonium lord
285826 | Zig:26   | Killed Rorefat the pandemonium lord
285826 | Zig:26   | Killed Ucvoguh the pandemonium lord
285826 | Zig:26   | Killed Rinu the pandemonium lord
285826 | Zig:26   | Killed Vaxa the pandemonium lord
285826 | Zig:26   | Killed Ujigioz the pandemonium lord
285826 | Zig:26   | Killed Asucautu the pandemonium lord
285827 | Zig:26   | Noticed Veenipor the pandemonium lord
285828 | Zig:26   | Noticed Peutuomm the pandemonium lord
285829 | Zig:26   | Noticed Biwnyh the pandemonium lord
285829 | Zig:26   | Noticed Dyficeve the pandemonium lord
285830 | Zig:26   | Noticed Ine Emax the pandemonium lord
285830 | Zig:26   | Killed Nuomiron the pandemonium lord
285831 | Zig:26   | Noticed Anotsom the pandemonium lord
285831 | Zig:26   | Killed Ixzeuwogh the pandemonium lord
285832 | Zig:26   | Killed Vuosys the pandemonium lord
285832 | Zig:26   | Killed Poreduor the pandemonium lord
285832 | Zig:26   | Killed Kuegab the pandemonium lord
285833 | Zig:26   | Noticed Apliph the pandemonium lord
285833 | Zig:26   | Noticed Qerom the pandemonium lord
285834 | Zig:26   | Noticed Yxes Neynac the pandemonium lord
285834 | Zig:26   | Noticed Luajaask the pandemonium lord
285834 | Zig:26   | Noticed Nihiet the pandemonium lord
285834 | Zig:26   | Killed Zioh the pandemonium lord
285835 | Zig:26   | Noticed Quenael the pandemonium lord
285835 | Zig:26   | Noticed Fiptameiwiqu the pandemonium lord
285835 | Zig:26   | Noticed Qaebb the pandemonium lord
285836 | Zig:26   | Noticed Ziluef the pandemonium lord
285836 | Zig:26   | Noticed Oso Ykal the pandemonium lord
285837 | Zig:26   | Killed Xinoit the pandemonium lord
285837 | Zig:26   | Killed Xotiul the pandemonium lord
285837 | Zig:26   | Killed Gocupso the pandemonium lord
285838 | Zig:26   | Noticed Supiwk Ixza the pandemonium lord
285839 | Zig:26   | Noticed Kyeju the pandemonium lord
285839 | Zig:26   | Killed Peutuomm the pandemonium lord
285839 | Zig:26   | Killed Cenaal the pandemonium lord
285839 | Zig:26   | Killed Qaebb the pandemonium lord
285840 | Zig:26   | Noticed Okuinuf the pandemonium lord
285840 | Zig:26   | Noticed Pogoyp the pandemonium lord
285840 | Zig:26   | Killed Emismui the pandemonium lord
285841 | Zig:26   | Killed Anotsom the pandemonium lord
285841 | Zig:26   | Killed Baesy the pandemonium lord
285841 | Zig:26   | Killed Eko Ekeklo the pandemonium lord
285841 | Zig:26   | Killed Yklaqit the pandemonium lord
285842 | Zig:26   | Noticed Foesish the pandemonium lord
285842 | Zig:26   | Killed Quenael the pandemonium lord
285843 | Zig:26   | Noticed Byumamas the pandemonium lord
285845 | Zig:26   | Noticed Nixawoor the pandemonium lord
285845 | Zig:26   | Killed Ine Emax the pandemonium lord
285845 | Zig:26   | Killed Biwnyh the pandemonium lord
285845 | Zig:26   | Killed Yxes Neynac the pandemonium lord
285846 | Zig:26   | Noticed Amoblec the pandemonium lord
285846 | Zig:26   | Noticed Vikeboel the pandemonium lord
285846 | Zig:26   | Noticed Poaskaowk the pandemonium lord
285846 | Zig:26   | Killed Ewaamp the pandemonium lord
285846 | Zig:26   | Killed Ziluef the pandemonium lord
285847 | Zig:26   | Killed Luajaask the pandemonium lord
285847 | Zig:26   | Killed Dyficeve the pandemonium lord
285847 | Zig:26   | Killed Byumamas the pandemonium lord
285847 | Zig:26   | Killed Okuinuf the pandemonium lord
285848 | Zig:26   | Noticed Metajiw the pandemonium lord
285848 | Zig:26   | Killed Vikeboel the pandemonium lord
285848 | Zig:26   | Killed Doxue the pandemonium lord
285848 | Zig:26   | Killed Supiwk Ixza the pandemonium lord
285849 | Zig:26   | Noticed Pigiqea the pandemonium lord
285850 | Zig:26   | Killed Veenipor the pandemonium lord
285850 | Zig:26   | Killed Oso Ykal the pandemonium lord
285850 | Zig:26   | Killed Qerom the pandemonium lord
285850 | Zig:26   | Killed Zacyni the pandemonium lord
285850 | Zig:26   | Killed Nixawoor the pandemonium lord
285850 | Zig:26   | Killed Foesish the pandemonium lord
285850 | Zig:26   | Killed Oruosen the pandemonium lord
285850 | Zig:26   | Killed Kyeju the pandemonium lord
285851 | Zig:26   | Killed Fiptameiwiqu the pandemonium lord
285852 | Zig:26   | Noticed Qosebaxabb the pandemonium lord
285852 | Zig:26   | Noticed Iffamy the pandemonium lord
285853 | Zig:26   | Noticed Veabeos the pandemonium lord
285854 | Zig:26   | Noticed Vouluelie the pandemonium lord
285856 | Zig:26   | Noticed Boviun the pandemonium lord
285856 | Zig:26   | Noticed Muiliett the pandemonium lord
285856 | Zig:26   | Noticed Qosira the pandemonium lord
285856 | Zig:26   | Killed Avimeuh the pandemonium lord
285857 | Zig:26   | Killed Pigiqea the pandemonium lord
285857 | Zig:26   | Killed Veabeos the pandemonium lord
285858 | Zig:26   | Killed Apliph the pandemonium lord
285858 | Zig:26   | Killed Metajiw the pandemonium lord
285858 | Zig:26   | Killed Vouluelie the pandemonium lord
285860 | Zig:26   | Killed Pogoyp the pandemonium lord
285860 | Zig:26   | Killed Poaskaowk the pandemonium lord
285860 | Zig:26   | Killed Muiliett the pandemonium lord
285861 | Zig:26   | Noticed Zipihilyss the pandemonium lord
285861 | Zig:26   | Noticed Faiwkat the pandemonium lord
285862 | Zig:26   | Noticed Canlepacw the pandemonium lord
285863 | Zig:26   | Killed Qosebaxabb the pandemonium lord
285863 | Zig:26   | Killed Atahacof the pandemonium lord
285863 | Zig:26   | Killed Nihiet the pandemonium lord
285863 | Zig:26   | Killed Qosira the pandemonium lord
285866 | Zig:26   | Noticed Tokaloun the pandemonium lord
285867 | Zig:26   | Noticed Juofel the pandemonium lord
285868 | Zig:26   | Noticed Wuoptypy the pandemonium lord
285869 | Zig:26   | Noticed Wachewir the pandemonium lord
285872 | Zig:26   | Killed Canlepacw the pandemonium lord
285872 | Zig:26   | Killed Zipihilyss the pandemonium lord
285873 | Zig:26   | Noticed Ysoelur the pandemonium lord
285873 | Zig:26   | Killed Omajes the pandemonium lord
285873 | Zig:26   | Killed Tokaloun the pandemonium lord
285873 | Zig:26   | Killed Oxuugog the pandemonium lord
285874 | Zig:26   | Noticed Ofeipt the pandemonium lord
285874 | Zig:26   | Noticed Zeenoets the pandemonium lord
285874 | Zig:26   | Killed Boviun the pandemonium lord
285874 | Zig:26   | Killed Juofel the pandemonium lord
285875 | Zig:26   | Killed Amoblec the pandemonium lord
285875 | Zig:26   | Killed Wachewir the pandemonium lord
285876 | Zig:26   | Noticed Haodgh the pandemonium lord
285876 | Zig:26   | Killed Xizis the pandemonium lord
285876 | Zig:26   | Killed Vyhoxzet the pandemonium lord
285876 | Zig:26   | Killed Ysoelur the pandemonium lord
285881 | Zig:26   | Noticed Qun Nacs the pandemonium lord
285881 | Zig:26   | Noticed Liowil the pandemonium lord
285881 | Zig:26   | Killed Liowil the pandemonium lord
285881 | Zig:26   | Killed Zeenoets the pandemonium lord
285881 | Zig:26   | Killed Ofeipt the pandemonium lord
285881 | Zig:26   | Killed Faiwkat the pandemonium lord
285883 | Zig:26   | Noticed Cefuud the pandemonium lord
285883 | Zig:26   | Killed Qun Nacs the pandemonium lord
285883 | Zig:26   | Killed Haodgh the pandemonium lord
285884 | Zig:26   | Noticed Arhoasm the pandemonium lord
285885 | Zig:26   | Noticed Ynuffunk the pandemonium lord
285885 | Zig:26   | Noticed Eluwaamn the pandemonium lord
285886 | Zig:26   | Noticed Peen the pandemonium lord
285886 | Zig:26   | Noticed Olianakh the pandemonium lord
285886 | Zig:26   | Noticed Zeczokux the pandemonium lord
285888 | Zig:26   | Noticed Efoah the pandemonium lord
285889 | Zig:26   | Noticed Oweyka the pandemonium lord
285889 | Zig:26   | Noticed Lypaerow the pandemonium lord
285890 | Zig:26   | Noticed Paofoque the pandemonium lord
285890 | Zig:26   | Killed Hiuzoaz the pandemonium lord
285890 | Zig:26   | Killed Lutec the pandemonium lord
285890 | Zig:26   | Killed Wuoptypy the pandemonium lord
285891 | Zig:26   | Noticed Kereul the pandemonium lord
285891 | Zig:26   | Noticed Miphamid the pandemonium lord
285894 | Zig:26   | Noticed Uqolinomn the pandemonium lord
285894 | Zig:26   | Killed Eluwaamn the pandemonium lord
285895 | Zig:26   | Noticed Veomaosch the pandemonium lord
285897 | Zig:26   | Noticed Oxtiefuq the pandemonium lord
285898 | Zig:26   | Noticed Qoffytuf the pandemonium lord
285899 | Zig:26   | Noticed Utearouh the pandemonium lord
285902 | Zig:26   | Noticed Pofoh the pandemonium lord
285902 | Zig:26   | Killed Paofoque the pandemonium lord
285902 | Zig:26   | Killed Tufu the pandemonium lord
285902 | Zig:26   | Killed Kereul the pandemonium lord
285903 | Zig:26   | Noticed Naneihehem the pandemonium lord
285903 | Zig:26   | Killed Arhoasm the pandemonium lord
285903 | Zig:26   | Killed Lypaerow the pandemonium lord
285903 | Zig:26   | Killed Utearouh the pandemonium lord
285903 | Zig:26   | Killed Peen the pandemonium lord
285903 | Zig:26   | Killed Cefuud the pandemonium lord
285904 | Zig:26   | Killed Uqolinomn the pandemonium lord
285905 | Zig:26   | Killed Pofoh the pandemonium lord
285905 | Zig:26   | Killed Qoffytuf the pandemonium lord
285905 | Zig:26   | Killed Olianakh the pandemonium lord
285905 | Zig:26   | Killed Naneihehem the pandemonium lord
285905 | Zig:26   | Killed Ynuffunk the pandemonium lord
285906 | Zig:26   | Killed Oxtiefuq the pandemonium lord
285906 | Zig:26   | Killed Oweyka the pandemonium lord
285906 | Zig:26   | Killed Veomaosch the pandemonium lord
285906 | Zig:26   | Killed Miphamid the pandemonium lord
285906 | Zig:26   | Killed Zeczokux the pandemonium lord
285906 | Zig:26   | Killed Iffamy the pandemonium lord
285906 | Zig:26   | Killed Danam the pandemonium lord
285906 | Zig:26   | Killed Voczeas the pandemonium lord
285908 | Zig:26   | Noticed Vavig the pandemonium lord
285908 | Zig:26   | Noticed Senuupp the pandemonium lord
285908 | Zig:26   | Noticed Xiyker the pandemonium lord
285909 | Zig:26   | Noticed Goph the pandemonium lord
285910 | Zig:26   | Noticed Lulat the pandemonium lord
285910 | Zig:26   | Noticed Abbom the pandemonium lord
285911 | Zig:26   | Noticed Hyax the pandemonium lord
285911 | Zig:26   | Noticed Sigieradd the pandemonium lord
285912 | Zig:26   | Noticed Yqokan the pandemonium lord
285912 | Zig:26   | Noticed Xane the pandemonium lord
285912 | Zig:26   | Killed Sigieradd the pandemonium lord
285912 | Zig:26   | Killed Goph the pandemonium lord
285912 | Zig:26   | Killed Senuupp the pandemonium lord
285913 | Zig:26   | Noticed Gym Iboo the pandemonium lord
285913 | Zig:26   | Killed Lulat the pandemonium lord
285914 | Zig:26   | Noticed Jaxic the pandemonium lord
285914 | Zig:26   | Killed Xane the pandemonium lord
285915 | Zig:26   | Noticed Ocots the pandemonium lord
285915 | Zig:26   | Noticed Ledgh the pandemonium lord
285916 | Zig:26   | Noticed Idghavisch the pandemonium lord
285917 | Zig:26   | Noticed Jitolel the pandemonium lord
285918 | Zig:26   | Killed Efoah the pandemonium lord
285919 | Zig:26   | Noticed Gadghiem the pandemonium lord
285919 | Zig:26   | Noticed Womacy Ruos the pandemonium lord
285919 | Zig:26   | Killed Abbom the pandemonium lord
285922 | Zig:26   | Noticed Syosas the pandemonium lord
285922 | Zig:26   | Killed Idghavisch the pandemonium lord
285922 | Zig:26   | Killed Womacy Ruos the pandemonium lord
285922 | Zig:26   | Killed Ledgh the pandemonium lord
285922 | Zig:26   | Killed Yqokan the pandemonium lord
285922 | Zig:26   | Killed Vavig the pandemonium lord
285922 | Zig:26   | Killed Gadghiem the pandemonium lord
285922 | Zig:26   | Killed Jaxic the pandemonium lord
285923 | Zig:26   | Noticed Xoej the pandemonium lord
285923 | Zig:26   | Killed Hyax the pandemonium lord
285923 | Zig:26   | Killed Jitolel the pandemonium lord
285924 | Zig:26   | Killed Xoej the pandemonium lord
285924 | Zig:26   | Killed Syosas the pandemonium lord
285927 | Zig:26   | Killed Xiyker the pandemonium lord
285928 | Zig:26   | Noticed Hukibuodip the pandemonium lord
285929 | Zig:26   | Killed Gym Iboo the pandemonium lord
285929 | Zig:26   | Killed Ocots the pandemonium lord
285931 | Zig:26   | Noticed Nuruts the pandemonium lord
285931 | Zig:26   | Killed Suhiytsacw the pandemonium lord
285932 | Zig:26   | Killed Ejyot the pandemonium lord
285932 | Zig:26   | Killed Dyliung the pandemonium lord
285932 | Zig:26   | Killed Nuruts the pandemonium lord
285934 | Zig:26   | Noticed Joecuick the pandemonium lord
285934 | Zig:26   | Noticed Paiziev the pandemonium lord
285937 | Zig:26   | Killed Lepoqel the pandemonium lord
285937 | Zig:26   | Killed Joecuick the pandemonium lord
285937 | Zig:26   | Killed Paiziev the pandemonium lord
285937 | Zig:26   | Killed Hukibuodip the pandemonium lord
285941 | Zig:26   | Noticed Ojizecij the pandemonium lord
285942 | Zig:26   | Killed Ojizecij the pandemonium lord
285945 | Zig:26   | Noticed Feamp the pandemonium lord
285945 | Zig:26   | Noticed Otuts the pandemonium lord
285945 | Zig:26   | Killed Feamp the pandemonium lord
285953 | Zig:26   | Killed Otuts the pandemonium lord
286022 | Zig:26   | Got a scintillating pewter ring
286024 | Zig:26   | Identified the ring of Foff {rC+ Stlth-} (You found it on level 26 of a ziggurat)
286029 | Zig:26   | Got a smoking steel ring
286030 | Zig:26   | Identified the ring of Geguer {rElec rF+ Str+3 Dex+5} (You found it on level 26 of a ziggurat)
286046 | Zig:26   | Got a sparkling lead amulet
286047 | Zig:26   | Identified the amulet of Ynorrunt {Faith MR++ Str-3} (You found it on level 26 of a ziggurat)
286052 | Zig:26   | Got a fine bronze amulet
286053 | Zig:26   | Identified the amulet of Vanity {RegenMP rPois Stlth+} (You found it on level 26 of a ziggurat)
286266 | Zig:27   | Entered Level 27 of a ziggurat
286441 | Zig:27   | Got a flickering ivory ring
286444 | Zig:27   | Identified the ring "Bepuykka" {*Tele rPois Int+2 Dex+4} (You found it on level 27 of a ziggurat)
286475 | Zig:27   | Got a shimmering silver amulet
286476 | Zig:27   | Identified the amulet "Jow Beto" {Spirit rPois Str+2 Stlth+} (You found it on level 27 of a ziggurat)
286512 | Zig:27   | Got a slimy lead ring
286514 | Zig:27   | Identified the ring "Xapaler" {*Drain rElec rF+++ MP+9 Stlth+} (You found it on level 27 of a ziggurat)
286521 | Zig:27   | Identified Omomab's Compendium of Calling
286689 | Depths:2 | Identified the +1 pair of boots of Complete Protection {Str+5} (You acquired it on level 2 of the Depths)
286690 | Depths:2 | Identified the +0 pair of boots "Jeatif" {rF+ Dex+4 Slay+2} (You acquired it on level 2 of the Depths)
286691 | Depths:2 | Identified the +1 helmet "Errefe" {rF+ MR+ Dex+4} (You acquired it on level 2 of the Depths)
286739 | Zig:1    | Entered Level 1 of a ziggurat
286798 | Zig:2    | Entered Level 2 of a ziggurat
286798 | Zig:2    | Noticed Jeank the pandemonium lord
286798 | Zig:2    | Noticed Rymnur the pandemonium lord
286798 | Zig:2    | Noticed Niequi Cumoo the pandemonium lord
286798 | Zig:2    | Noticed Futait the pandemonium lord
286798 | Zig:2    | Noticed Paxaptum the pandemonium lord
286798 | Zig:2    | Noticed Xyalit the pandemonium lord
286798 | Zig:2    | Noticed Rociokiv the pandemonium lord
286798 | Zig:2    | Noticed Akhept the pandemonium lord
286798 | Zig:2    | Noticed Nacafan the pandemonium lord
286798 | Zig:2    | Noticed Buika the pandemonium lord
286798 | Zig:2    | Noticed Qivunywk the pandemonium lord
286798 | Zig:2    | Noticed Neol the pandemonium lord
286798 | Zig:2    | Noticed Notiaras the pandemonium lord
286798 | Zig:2    | Noticed Qoviyma the pandemonium lord
286798 | Zig:2    | Noticed Huparch the pandemonium lord
286798 | Zig:2    | Noticed Cucoy the pandemonium lord
286800 | Zig:2    | Noticed Sezab the pandemonium lord
286800 | Zig:2    | Noticed Niuher the pandemonium lord
286800 | Zig:2    | Noticed Etaumim the pandemonium lord
286801 | Zig:2    | Killed Cucoy the pandemonium lord
286802 | Zig:2    | Noticed Hing the pandemonium lord
286802 | Zig:2    | Killed Jeank the pandemonium lord
286803 | Zig:2    | Killed Qivunywk the pandemonium lord
286803 | Zig:2    | Killed Neol the pandemonium lord
286804 | Zig:2    | Killed Xyalit the pandemonium lord
286804 | Zig:2    | Killed Buika the pandemonium lord
286804 | Zig:2    | Killed Rociokiv the pandemonium lord
286805 | Zig:2    | Killed Futait the pandemonium lord
286805 | Zig:2    | Killed Niequi Cumoo the pandemonium lord
286805 | Zig:2    | Killed Qoviyma the pandemonium lord
286805 | Zig:2    | Killed Rymnur the pandemonium lord
286805 | Zig:2    | Killed Nacafan the pandemonium lord
286805 | Zig:2    | Killed Huparch the pandemonium lord
286805 | Zig:2    | Killed Etaumim the pandemonium lord
286805 | Zig:2    | Killed Akhept the pandemonium lord
286806 | Zig:2    | Killed Paxaptum the pandemonium lord
286806 | Zig:2    | Killed Niuher the pandemonium lord
286806 | Zig:2    | Killed Notiaras the pandemonium lord
286808 | Zig:2    | Killed Sezab the pandemonium lord
286808 | Zig:2    | Killed Hing the pandemonium lord
286809 | Zig:2    | Noticed Wioc the pandemonium lord
286814 | Zig:2    | Killed Wioc the pandemonium lord
286960 | Zig:3    | Entered Level 3 of a ziggurat
287044 | Zig:4    | Entered Level 4 of a ziggurat
287044 | Zig:4    | Noticed an ancient lich
287044 | Zig:4    | Noticed an ancient lich
287044 | Zig:4    | Noticed an ancient lich
287044 | Zig:4    | Noticed an ancient lich
287044 | Zig:4    | Noticed an ancient lich
287044 | Zig:4    | Noticed an ancient lich
287044 | Zig:4    | Noticed an ancient lich
287044 | Zig:4    | Noticed an ancient lich
287046 | Zig:4    | Noticed an ancient lich
287046 | Zig:4    | Noticed an ancient lich
287046 | Zig:4    | Noticed an ancient lich
287046 | Zig:4    | Killed an ancient lich
287046 | Zig:4    | Killed an ancient lich
287046 | Zig:4    | Killed an ancient lich
287046 | Zig:4    | Killed an ancient lich
287047 | Zig:4    | Noticed an ancient lich
287047 | Zig:4    | Killed an ancient lich
287047 | Zig:4    | Killed an ancient lich
287047 | Zig:4    | Killed an ancient lich
287047 | Zig:4    | Killed an ancient lich
287047 | Zig:4    | Killed an ancient lich
287047 | Zig:4    | Killed an ancient lich
287047 | Zig:4    | Killed an ancient lich
287048 | Zig:4    | Noticed an ancient lich
287048 | Zig:4    | Noticed an ancient lich
287048 | Zig:4    | Noticed an ancient lich
287048 | Zig:4    | Noticed an ancient lich
287049 | Zig:4    | Noticed an ancient lich
287049 | Zig:4    | Noticed an ancient lich
287049 | Zig:4    | Killed an ancient lich
287050 | Zig:4    | Noticed an ancient lich
287050 | Zig:4    | Killed an ancient lich
287050 | Zig:4    | Killed an ancient lich
287050 | Zig:4    | Killed an ancient lich
287057 | Zig:4    | Killed an ancient lich
287058 | Zig:4    | Killed an ancient lich
287058 | Zig:4    | Killed an ancient lich
287058 | Zig:4    | Killed an ancient lich
287095 | Zig:4    | Identified the Volume of the Mountains
287124 | Zig:5    | Entered Level 5 of a ziggurat
287195 | Zig:5    | Got a vibrating brass amulet
287196 | Zig:5    | Identified the amulet of Cestreme {Faith Str+4} (You found it on level 5 of a ziggurat)
287228 | Zig:6    | Entered Level 6 of a ziggurat
287252 | Zig:6    | Identified the +0 pair of gloves of the Grey Skies {Dex+2} (You found it on level 6 of a ziggurat)
287335 | Zig:7    | Entered Level 7 of a ziggurat
287513 | Zig:8    | Entered Level 8 of a ziggurat
287549 | Zig:8    | Got a shimmering marble ring
287551 | Zig:8    | Identified the ring of the Pure Planets {rCorr MR+} (You found it on level 8 of a ziggurat)
287675 | Zig:8    | Identified the +1 pair of gloves "Apicvun" {MR+++ Int+7 Stlth-} (You found it on level 8 of a ziggurat)
287703 | Zig:9    | Entered Level 9 of a ziggurat
287703 | Zig:9    | Noticed a juggernaut
287703 | Zig:9    | Noticed a juggernaut
287703 | Zig:9    | Noticed a juggernaut
287703 | Zig:9    | Noticed a juggernaut
287705 | Zig:9    | Noticed a juggernaut
287705 | Zig:9    | Noticed a juggernaut
287705 | Zig:9    | Noticed a juggernaut
287705 | Zig:9    | Noticed a juggernaut
287706 | Zig:9    | Noticed a juggernaut
287709 | Zig:9    | Killed a juggernaut
287709 | Zig:9    | Noticed a juggernaut
287710 | Zig:9    | Noticed a juggernaut
287710 | Zig:9    | Killed a juggernaut
287710 | Zig:9    | Killed a juggernaut
287711 | Zig:9    | Noticed a juggernaut
287711 | Zig:9    | Noticed a juggernaut
287711 | Zig:9    | Noticed a juggernaut
287711 | Zig:9    | Killed a juggernaut
287711 | Zig:9    | Killed a juggernaut
287712 | Zig:9    | Noticed a juggernaut
287712 | Zig:9    | Noticed a juggernaut
287712 | Zig:9    | Killed a juggernaut
287712 | Zig:9    | Killed a juggernaut
287712 | Zig:9    | Killed a juggernaut
287712 | Zig:9    | Killed a juggernaut
287712 | Zig:9    | Killed a juggernaut
287713 | Zig:9    | Noticed a juggernaut
287713 | Zig:9    | Noticed a juggernaut
287713 | Zig:9    | Killed a juggernaut
287713 | Zig:9    | Killed a juggernaut
287714 | Zig:9    | Noticed a juggernaut
287714 | Zig:9    | Noticed a juggernaut
287714 | Zig:9    | Noticed a juggernaut
287716 | Zig:9    | Killed a juggernaut
287716 | Zig:9    | Killed a juggernaut
287716 | Zig:9    | Killed a juggernaut
287716 | Zig:9    | Killed a juggernaut
287717 | Zig:9    | Killed a juggernaut
287717 | Zig:9    | Killed a juggernaut
287717 | Zig:9    | Killed a juggernaut
287720 | Zig:9    | Killed a juggernaut
287720 | Zig:9    | Killed a juggernaut
287869 | Zig:10   | Entered Level 10 of a ziggurat
287869 | Zig:10   | Noticed an ancient lich
287869 | Zig:10   | Noticed an ancient lich
287869 | Zig:10   | Noticed an ancient lich
287869 | Zig:10   | Noticed an ancient lich
287869 | Zig:10   | Noticed an ancient lich
287869 | Zig:10   | Noticed an ancient lich
287869 | Zig:10   | Noticed an ancient lich
287869 | Zig:10   | Noticed an ancient lich
287869 | Zig:10   | Noticed an ancient lich
287869 | Zig:10   | Noticed an ancient lich
287869 | Zig:10   | Noticed an ancient lich
287869 | Zig:10   | Noticed an ancient lich
287871 | Zig:10   | Killed an ancient lich
287871 | Zig:10   | Killed an ancient lich
287872 | Zig:10   | Killed an ancient lich
287872 | Zig:10   | Killed an ancient lich
287872 | Zig:10   | Killed an ancient lich
287872 | Zig:10   | Killed an ancient lich
287872 | Zig:10   | Killed an ancient lich
287872 | Zig:10   | Killed an ancient lich
287872 | Zig:10   | Killed an ancient lich
287872 | Zig:10   | Killed an ancient lich
287873 | Zig:10   | Noticed an ancient lich
287873 | Zig:10   | Killed an ancient lich
287873 | Zig:10   | Killed an ancient lich
287874 | Zig:10   | Noticed an ancient lich
287874 | Zig:10   | Noticed an ancient lich
287874 | Zig:10   | Noticed an ancient lich
287875 | Zig:10   | Noticed an ancient lich
287875 | Zig:10   | Noticed an ancient lich
287875 | Zig:10   | Noticed an ancient lich
287875 | Zig:10   | Noticed an ancient lich
287875 | Zig:10   | Noticed an ancient lich
287875 | Zig:10   | Noticed an ancient lich
287875 | Zig:10   | Noticed an ancient lich
287876 | Zig:10   | Noticed an ancient lich
287876 | Zig:10   | Noticed an ancient lich
287876 | Zig:10   | Noticed an ancient lich
287876 | Zig:10   | Noticed an ancient lich
287876 | Zig:10   | Noticed an ancient lich
287876 | Zig:10   | Noticed an ancient lich
287876 | Zig:10   | Noticed an ancient lich
287877 | Zig:10   | Noticed an ancient lich
287877 | Zig:10   | Noticed an ancient lich
287877 | Zig:10   | Noticed an ancient lich
287877 | Zig:10   | Noticed an ancient lich
287877 | Zig:10   | Noticed an ancient lich
287877 | Zig:10   | Noticed an ancient lich
287878 | Zig:10   | Noticed an ancient lich
287878 | Zig:10   | Noticed an ancient lich
287878 | Zig:10   | Killed an ancient lich
287878 | Zig:10   | Killed an ancient lich
287878 | Zig:10   | Killed an ancient lich
287878 | Zig:10   | Killed an ancient lich
287878 | Zig:10   | Killed an ancient lich
287878 | Zig:10   | Killed an ancient lich
287878 | Zig:10   | Killed an ancient lich
287878 | Zig:10   | Killed an ancient lich
287878 | Zig:10   | Killed an ancient lich
287878 | Zig:10   | Killed an ancient lich
287878 | Zig:10   | Killed an ancient lich
287878 | Zig:10   | Killed an ancient lich
287878 | Zig:10   | Killed an ancient lich
287878 | Zig:10   | Killed an ancient lich
287878 | Zig:10   | Killed an ancient lich
287878 | Zig:10   | Killed an ancient lich
287878 | Zig:10   | Killed an ancient lich
287879 | Zig:10   | Noticed an ancient lich
287879 | Zig:10   | Noticed an ancient lich
287879 | Zig:10   | Noticed an ancient lich
287879 | Zig:10   | Noticed an ancient lich
287880 | Zig:10   | Noticed an ancient lich
287880 | Zig:10   | Noticed an ancient lich
287880 | Zig:10   | Noticed an ancient lich
287880 | Zig:10   | Noticed an ancient lich
287881 | Zig:10   | Noticed an ancient lich
287881 | Zig:10   | Killed an ancient lich
287882 | Zig:10   | Killed an ancient lich
287882 | Zig:10   | Killed an ancient lich
287882 | Zig:10   | Killed an ancient lich
287883 | Zig:10   | Noticed an ancient lich
287883 | Zig:10   | Killed an ancient lich
287883 | Zig:10   | Killed an ancient lich
287883 | Zig:10   | Killed an ancient lich
287884 | Zig:10   | Noticed an ancient lich
287884 | Zig:10   | Killed an ancient lich
287884 | Zig:10   | Killed an ancient lich
287885 | Zig:10   | Noticed an ancient lich
287885 | Zig:10   | Noticed an ancient lich
287885 | Zig:10   | Killed an ancient lich
287885 | Zig:10   | Killed an ancient lich
287885 | Zig:10   | Killed an ancient lich
287885 | Zig:10   | Killed an ancient lich
287885 | Zig:10   | Killed an ancient lich
287885 | Zig:10   | Killed an ancient lich
287885 | Zig:10   | Killed an ancient lich
287885 | Zig:10   | Noticed an ancient lich
287886 | Zig:10   | Noticed an ancient lich
287886 | Zig:10   | Killed an ancient lich
287886 | Zig:10   | Killed an ancient lich
287886 | Zig:10   | Killed an ancient lich
287887 | Zig:10   | Noticed an ancient lich
287887 | Zig:10   | Noticed an ancient lich
287887 | Zig:10   | Noticed an ancient lich
287888 | Zig:10   | Noticed an ancient lich
287889 | Zig:10   | Killed an ancient lich
287889 | Zig:10   | Killed an ancient lich
287889 | Zig:10   | Killed an ancient lich
287889 | Zig:10   | Killed an ancient lich
287889 | Zig:10   | Killed an ancient lich
287889 | Zig:10   | Killed an ancient lich
287891 | Zig:10   | Killed an ancient lich
287892 | Zig:10   | Killed an ancient lich
287893 | Zig:10   | Killed an ancient lich
287907 | Zig:10   | Got a brightly glowing brass ring
287909 | Zig:10   | Identified the ring of Raxt {MR+ Dex+5 Stlth+} (You found it on level 10 of a ziggurat)
287979 | Zig:10   | Got a faintly glowing brass ring
287980 | Zig:10   | Identified the ring of Uskek {*Corrode +Blink rN+ Slay+4} (You found it on level 10 of a ziggurat)
288016 | Zig:11   | Entered Level 11 of a ziggurat
288016 | Zig:11   | Noticed a juggernaut
288016 | Zig:11   | Noticed a juggernaut
288016 | Zig:11   | Noticed a juggernaut
288016 | Zig:11   | Noticed a juggernaut
288016 | Zig:11   | Noticed a juggernaut
288016 | Zig:11   | Noticed a juggernaut
288016 | Zig:11   | Noticed a juggernaut
288018 | Zig:11   | Noticed a juggernaut
288018 | Zig:11   | Noticed a juggernaut
288018 | Zig:11   | Noticed a juggernaut
288019 | Zig:11   | Noticed a juggernaut
288020 | Zig:11   | Noticed a juggernaut
288021 | Zig:11   | Noticed a juggernaut
288021 | Zig:11   | Noticed a juggernaut
288021 | Zig:11   | Noticed a juggernaut
288021 | Zig:11   | Noticed a juggernaut
288021 | Zig:11   | Killed a juggernaut
288021 | Zig:11   | Killed a juggernaut
288021 | Zig:11   | Killed a juggernaut
288021 | Zig:11   | Killed a juggernaut
288022 | Zig:11   | Noticed a juggernaut
288022 | Zig:11   | Noticed a juggernaut
288022 | Zig:11   | Killed a juggernaut
288022 | Zig:11   | Killed a juggernaut
288022 | Zig:11   | Killed a juggernaut
288022 | Zig:11   | Killed a juggernaut
288022 | Zig:11   | Killed a juggernaut
288022 | Zig:11   | Killed a juggernaut
288023 | Zig:11   | Noticed a juggernaut
288023 | Zig:11   | Noticed a juggernaut
288023 | Zig:11   | Noticed a juggernaut
288023 | Zig:11   | Noticed a juggernaut
288023 | Zig:11   | Noticed a juggernaut
288023 | Zig:11   | Killed a juggernaut
288024 | Zig:11   | Noticed a juggernaut
288024 | Zig:11   | Noticed a juggernaut
288024 | Zig:11   | Killed a juggernaut
288024 | Zig:11   | Killed a juggernaut
288024 | Zig:11   | Killed a juggernaut
288024 | Zig:11   | Killed a juggernaut
288024 | Zig:11   | Killed a juggernaut
288024 | Zig:11   | Noticed a juggernaut
288025 | Zig:11   | Killed a juggernaut
288026 | Zig:11   | Noticed a juggernaut
288026 | Zig:11   | Noticed a juggernaut
288026 | Zig:11   | Noticed a juggernaut
288027 | Zig:11   | Noticed a juggernaut
288027 | Zig:11   | Noticed a juggernaut
288028 | Zig:11   | Noticed a juggernaut
288028 | Zig:11   | Killed a juggernaut
288028 | Zig:11   | Killed a juggernaut
288028 | Zig:11   | Killed a juggernaut
288028 | Zig:11   | Killed a juggernaut
288028 | Zig:11   | Killed a juggernaut
288028 | Zig:11   | Killed a juggernaut
288028 | Zig:11   | Killed a juggernaut
288029 | Zig:11   | Noticed a juggernaut
288029 | Zig:11   | Noticed a juggernaut
288030 | Zig:11   | Killed a juggernaut
288030 | Zig:11   | Killed a juggernaut
288031 | Zig:11   | Noticed a juggernaut
288032 | Zig:11   | Killed a juggernaut
288032 | Zig:11   | Killed a juggernaut
288032 | Zig:11   | Killed a juggernaut
288032 | Zig:11   | Killed a juggernaut
288032 | Zig:11   | Killed a juggernaut
288033 | Zig:11   | Killed a juggernaut
288033 | Zig:11   | Killed a juggernaut
288033 | Zig:11   | Killed a juggernaut
288034 | Zig:11   | Killed a juggernaut
288060 | Zig:11   | Identified the Compendium of Blistering Translocation
288067 | Zig:11   | Got a sparkling golden ring
288069 | Zig:11   | Identified the ring of Cen Kita {Str+2 Dex+5} (You found it on level 11 of a ziggurat)
288077 | Zig:11   | Got a wavering amber ring
288078 | Zig:11   | Identified the ring "Zifiacaqu" {rC+ rN+ Str+2 Slay+3} (You found it on level 11 of a ziggurat)
288096 | Zig:11   | Got a flickering lead ring
288097 | Zig:11   | Identified the ring of Suetsaci {+Fly rElec Str-4 Int+7 SInv} (You found it on level 11 of a ziggurat)
288242 | Zig:11   | Got a translucent steel amulet
288243 | Zig:11   | Identified the amulet "Ovib" {Gourm Int+3} (You found it on level 11 of a ziggurat)
288276 | Zig:12   | Entered Level 12 of a ziggurat
288276 | Zig:12   | Noticed a greater mummy
288276 | Zig:12   | Noticed a greater mummy
288276 | Zig:12   | Noticed a greater mummy
288276 | Zig:12   | Noticed a greater mummy
288279 | Zig:12   | Noticed a greater mummy
288279 | Zig:12   | Killed a greater mummy
288280 | Zig:12   | Noticed a greater mummy
288280 | Zig:12   | Noticed a greater mummy
288280 | Zig:12   | Noticed a greater mummy
288280 | Zig:12   | Noticed a greater mummy
288280 | Zig:12   | Killed a greater mummy
288280 | Zig:12   | Killed a greater mummy
288280 | Zig:12   | Killed a greater mummy
288282 | Zig:12   | Noticed a greater mummy
288283 | Zig:12   | Noticed a greater mummy
288283 | Zig:12   | Killed a greater mummy
288283 | Zig:12   | Killed a greater mummy
288284 | Zig:12   | Noticed a greater mummy
288285 | Zig:12   | Noticed a greater mummy
288285 | Zig:12   | Killed a greater mummy
288285 | Zig:12   | Killed a greater mummy
288286 | Zig:12   | Killed a greater mummy
288286 | Zig:12   | Killed a greater mummy
288287 | Zig:12   | Noticed a greater mummy
288287 | Zig:12   | Noticed a greater mummy
288287 | Zig:12   | Killed a greater mummy
288288 | Zig:12   | Noticed an ancient lich
288288 | Zig:12   | Killed a greater mummy
288291 | Zig:12   | Killed a greater mummy
288291 | Zig:12   | Killed an ancient lich
288291 | Zig:12   | Killed a greater mummy
288292 | Zig:12   | Noticed a greater mummy
288292 | Zig:12   | Noticed a greater mummy
288293 | Zig:12   | Noticed a greater mummy
288293 | Zig:12   | Noticed a greater mummy
288295 | Zig:12   | Noticed a greater mummy
288295 | Zig:12   | Killed a greater mummy
288296 | Zig:12   | Noticed a greater mummy
288296 | Zig:12   | Killed a greater mummy
288297 | Zig:12   | Killed a greater mummy
288297 | Zig:12   | Killed a greater mummy
288299 | Zig:12   | Killed a greater mummy
288299 | Zig:12   | Killed a greater mummy
288300 | Zig:12   | Killed a greater mummy
288312 | Zig:12   | Identified the Almanac of Feathers and Changing
288329 | Zig:12   | Got a shimmering turquoise ring
288330 | Zig:12   | Identified the ring "Inouc Rogg" {Fire MP+9 Int+3} (You found it on level 12 of a ziggurat)
288424 | Zig:13   | Entered Level 13 of a ziggurat
288424 | Zig:13   | Noticed Faeck the pandemonium lord
288424 | Zig:13   | Noticed Qoutefu the pandemonium lord
288424 | Zig:13   | Noticed Ikabesi the pandemonium lord
288424 | Zig:13   | Noticed Etzupoh the pandemonium lord
288424 | Zig:13   | Noticed Hufram the pandemonium lord
288424 | Zig:13   | Noticed Zosug the pandemonium lord
288424 | Zig:13   | Noticed Tacs the pandemonium lord
288424 | Zig:13   | Noticed Jufacrat the pandemonium lord
288424 | Zig:13   | Noticed Wuizeyho the pandemonium lord
288424 | Zig:13   | Noticed Osheeshru the pandemonium lord
288424 | Zig:13   | Noticed Nuuviascha the pandemonium lord
288424 | Zig:13   | Noticed Oziu the pandemonium lord
288424 | Zig:13   | Noticed Ovaanu the pandemonium lord
288424 | Zig:13   | Noticed Xiruah Tieho the pandemonium lord
288424 | Zig:13   | Noticed Zialuuz the pandemonium lord
288424 | Zig:13   | Noticed Othrieme the pandemonium lord
288424 | Zig:13   | Noticed Taipponai the pandemonium lord
288424 | Zig:13   | Noticed Pujang the pandemonium lord
288424 | Zig:13   | Noticed Maufesh the pandemonium lord
288424 | Zig:13   | Noticed Ikun the pandemonium lord
288424 | Zig:13   | Noticed Ibiel the pandemonium lord
288424 | Zig:13   | Noticed Cutol the pandemonium lord
288426 | Zig:13   | Killed Ikun the pandemonium lord
288427 | Zig:13   | Noticed Neti Ven the pandemonium lord
288427 | Zig:13   | Noticed Waoh the pandemonium lord
288428 | Zig:13   | Killed Taipponai the pandemonium lord
288429 | Zig:13   | Noticed Eschyij the pandemonium lord
288429 | Zig:13   | Noticed Demaull the pandemonium lord
288429 | Zig:13   | Noticed Amoogiedi the pandemonium lord
288429 | Zig:13   | Noticed Reyclock the pandemonium lord
288429 | Zig:13   | Killed Pujang the pandemonium lord
288429 | Zig:13   | Killed Xiruah Tieho the pandemonium lord
288429 | Zig:13   | Killed Cutol the pandemonium lord
288430 | Zig:13   | Noticed Romael the pandemonium lord
288430 | Zig:13   | Killed Waoh the pandemonium lord
288430 | Zig:13   | Killed Othrieme the pandemonium lord
288430 | Zig:13   | Killed Oziu the pandemonium lord
288430 | Zig:13   | Killed Osheeshru the pandemonium lord
288431 | Zig:13   | Noticed Uzilypt the pandemonium lord
288431 | Zig:13   | Noticed Enixiovu the pandemonium lord
288431 | Zig:13   | Killed Neti Ven the pandemonium lord
288432 | Zig:13   | Noticed Etaehud the pandemonium lord
288432 | Zig:13   | Noticed Long the pandemonium lord
288433 | Zig:13   | Noticed Sucramaw the pandemonium lord
288433 | Zig:13   | Noticed Kydedoaqo the pandemonium lord
288433 | Zig:13   | Noticed Gyrotij the pandemonium lord
288433 | Zig:13   | Killed Nuuviascha the pandemonium lord
288435 | Zig:13   | Killed Reyclock the pandemonium lord
288436 | Zig:13   | Killed Ikabesi the pandemonium lord
288436 | Zig:13   | Killed Wuizeyho the pandemonium lord
288437 | Zig:13   | Noticed Wisinuh the pandemonium lord
288439 | Zig:13   | Killed Etzupoh the pandemonium lord
288439 | Zig:13   | Killed Zosug the pandemonium lord
288440 | Zig:13   | Noticed Oghoe the pandemonium lord
288442 | Zig:13   | Killed Maufesh the pandemonium lord
288442 | Zig:13   | Killed Uzilypt the pandemonium lord
288445 | Zig:13   | Noticed Rara the pandemonium lord
288445 | Zig:13   | Noticed Weupuem the pandemonium lord
288445 | Zig:13   | Noticed Zaoziann the pandemonium lord
288445 | Zig:13   | Killed Ovaanu the pandemonium lord
288446 | Zig:13   | Noticed Feozaum the pandemonium lord
288446 | Zig:13   | Noticed Urill the pandemonium lord
288447 | Zig:13   | Killed Ibiel the pandemonium lord
288448 | Zig:13   | Noticed Jehae the pandemonium lord
288448 | Zig:13   | Killed Kydedoaqo the pandemonium lord
288448 | Zig:13   | Killed Wisinuh the pandemonium lord
288448 | Zig:13   | Killed Demaull the pandemonium lord
288448 | Zig:13   | Killed Hufram the pandemonium lord
288448 | Zig:13   | Killed Jufacrat the pandemonium lord
288448 | Zig:13   | Killed Faeck the pandemonium lord
288450 | Zig:13   | Noticed Kacan the pandemonium lord
288451 | Zig:13   | Noticed Lenirrat the pandemonium lord
288451 | Zig:13   | Noticed Peon the pandemonium lord
288452 | Zig:13   | Killed Zaoziann the pandemonium lord
288452 | Zig:13   | Killed Qoutefu the pandemonium lord
288452 | Zig:13   | Killed Oghoe the pandemonium lord
288452 | Zig:13   | Killed Amoogiedi the pandemonium lord
288452 | Zig:13   | Killed Enixiovu the pandemonium lord
288453 | Zig:13   | Killed Weupuem the pandemonium lord
288454 | Zig:13   | Killed Jehae the pandemonium lord
288458 | Zig:13   | Killed Eschyij the pandemonium lord
288458 | Zig:13   | Killed Etaehud the pandemonium lord
288458 | Zig:13   | Killed Lenirrat the pandemonium lord
288458 | Zig:13   | Killed Rara the pandemonium lord
288459 | Zig:13   | Killed Tacs the pandemonium lord
288459 | Zig:13   | Killed Zialuuz the pandemonium lord
288459 | Zig:13   | Killed Long the pandemonium lord
288460 | Zig:13   | Noticed Enanuqi the pandemonium lord
288461 | Zig:13   | Noticed Gacoh the pandemonium lord
288462 | Zig:13   | Killed Sucramaw the pandemonium lord
288463 | Zig:13   | Noticed Titeh the pandemonium lord
288463 | Zig:13   | Killed Romael the pandemonium lord
288463 | Zig:13   | Killed Kimith the pandemonium lord
288463 | Zig:13   | Killed Feozaum the pandemonium lord
288463 | Zig:13   | Killed Enanuqi the pandemonium lord
288463 | Zig:13   | Killed Qaesueno the pandemonium lord
288463 | Zig:13   | Killed Gacoh the pandemonium lord
288464 | Zig:13   | Killed Gyrotij the pandemonium lord
288465 | Zig:13   | Noticed Vairru Qick the pandemonium lord
288465 | Zig:13   | Noticed Macu the pandemonium lord
288465 | Zig:13   | Noticed Qedworoq the pandemonium lord
288465 | Zig:13   | Killed Kacan the pandemonium lord
288466 | Zig:13   | Noticed Nolaseus the pandemonium lord
288466 | Zig:13   | Noticed Biroomumm the pandemonium lord
288466 | Zig:13   | Noticed Xiwn the pandemonium lord
288466 | Zig:13   | Noticed Nanighyi the pandemonium lord
288466 | Zig:13   | Killed Timydig the pandemonium lord
288466 | Zig:13   | Killed Biroomumm the pandemonium lord
288467 | Zig:13   | Killed Peon the pandemonium lord
288468 | Zig:13   | Noticed Loruth the pandemonium lord
288469 | Zig:13   | Noticed Saerid the pandemonium lord
288469 | Zig:13   | Killed Xiwn the pandemonium lord
288469 | Zig:13   | Killed Titeh the pandemonium lord
288469 | Zig:13   | Killed Nanighyi the pandemonium lord
288469 | Zig:13   | Killed Macu the pandemonium lord
288469 | Zig:13   | Killed Qedworoq the pandemonium lord
288470 | Zig:13   | Noticed Hough the pandemonium lord
288470 | Zig:13   | Noticed Cery the pandemonium lord
288471 | Zig:13   | Killed Urill the pandemonium lord
288471 | Zig:13   | Killed Vairru Qick the pandemonium lord
288472 | Zig:13   | Noticed Biceycumn the pandemonium lord
288472 | Zig:13   | Noticed Ceuhuf the pandemonium lord
288474 | Zig:13   | Noticed Coash the pandemonium lord
288475 | Zig:13   | Noticed Doapozio the pandemonium lord
288475 | Zig:13   | Killed Saerid the pandemonium lord
288475 | Zig:13   | Killed Loruth the pandemonium lord
288475 | Zig:13   | Killed Nolaseus the pandemonium lord
288476 | Zig:13   | Noticed Corik the pandemonium lord
288477 | Zig:13   | Noticed Ness the pandemonium lord
288477 | Zig:13   | Noticed Fuomalu the pandemonium lord
288477 | Zig:13   | Noticed Jigiaw the pandemonium lord
288477 | Zig:13   | Killed Huucuupe the pandemonium lord
288481 | Zig:13   | Noticed Bezurif the pandemonium lord
288482 | Zig:13   | Noticed Maoxet the pandemonium lord
288482 | Zig:13   | Killed Hough the pandemonium lord
288483 | Zig:13   | Noticed Waereecu the pandemonium lord
288485 | Zig:13   | Killed Coash the pandemonium lord
288485 | Zig:13   | Killed Ness the pandemonium lord
288486 | Zig:13   | Noticed Wemeo the pandemonium lord
288486 | Zig:13   | Killed Bezurif the pandemonium lord
288486 | Zig:13   | Killed Doapozio the pandemonium lord
288486 | Zig:13   | Killed Ceuhuf the pandemonium lord
288487 | Zig:13   | Noticed Fih Awnu the pandemonium lord
288487 | Zig:13   | Killed Waereecu the pandemonium lord
288488 | Zig:13   | Noticed Xiduthij the pandemonium lord
288488 | Zig:13   | Noticed Moduec the pandemonium lord
288489 | Zig:13   | Noticed Sewn the pandemonium lord
288489 | Zig:13   | Noticed Hunecvoe the pandemonium lord
288489 | Zig:13   | Killed Biceycumn the pandemonium lord
288489 | Zig:13   | Killed Wemeo the pandemonium lord
288489 | Zig:13   | Killed Corik the pandemonium lord
288489 | Zig:13   | Killed Cery the pandemonium lord
288490 | Zig:13   | Noticed Weanwuj the pandemonium lord
288490 | Zig:13   | Noticed Myzatwol the pandemonium lord
288490 | Zig:13   | Killed Xiduthij the pandemonium lord
288491 | Zig:13   | Noticed Dyemet the pandemonium lord
288491 | Zig:13   | Noticed Eheush the pandemonium lord
288493 | Zig:13   | Noticed Ikko the pandemonium lord
288493 | Zig:13   | Killed Fih Awnu the pandemonium lord
288494 | Zig:13   | Noticed Buxtuosi the pandemonium lord
288494 | Zig:13   | Noticed Uloitufoc the pandemonium lord
288494 | Zig:13   | Killed Maoxet the pandemonium lord
288495 | Zig:13   | Noticed Weamael the pandemonium lord
288495 | Zig:13   | Noticed Coseg the pandemonium lord
288495 | Zig:13   | Killed Moduec the pandemonium lord
288495 | Zig:13   | Killed Fuomalu the pandemonium lord
288496 | Zig:13   | Noticed Nyaziep the pandemonium lord
288496 | Zig:13   | Noticed Meunkodgh the pandemonium lord
288496 | Zig:13   | Noticed Waixel the pandemonium lord
288496 | Zig:13   | Noticed Giduet the pandemonium lord
288496 | Zig:13   | Noticed Xefob the pandemonium lord
288497 | Zig:13   | Noticed Epnoerghe the pandemonium lord
288500 | Zig:13   | Noticed Fadut the pandemonium lord
288500 | Zig:13   | Killed Sewn the pandemonium lord
288500 | Zig:13   | Killed Weanwuj the pandemonium lord
288501 | Zig:13   | Noticed Icusmiur the pandemonium lord
288501 | Zig:13   | Killed Jigiaw the pandemonium lord
288504 | Zig:13   | Killed Hunecvoe the pandemonium lord
288505 | Zig:13   | Killed Coseg the pandemonium lord
288505 | Zig:13   | Killed Eheush the pandemonium lord
288505 | Zig:13   | Killed Waixel the pandemonium lord
288505 | Zig:13   | Killed Ikko the pandemonium lord
288506 | Zig:13   | Killed Dyemet the pandemonium lord
288506 | Zig:13   | Killed Myzatwol the pandemonium lord
288506 | Zig:13   | Killed Buxtuosi the pandemonium lord
288507 | Zig:13   | Noticed Weuheoss the pandemonium lord
288508 | Zig:13   | Killed Epnoerghe the pandemonium lord
288508 | Zig:13   | Killed Meunkodgh the pandemonium lord
288509 | Zig:13   | Noticed Piwe the pandemonium lord
288509 | Zig:13   | Killed Giduet the pandemonium lord
288510 | Zig:13   | Noticed Cyzxis the pandemonium lord
288512 | Zig:13   | Noticed Neylae the pandemonium lord
288513 | Zig:13   | Killed Icusmiur the pandemonium lord
288516 | Zig:13   | Noticed Berhala the pandemonium lord
288516 | Zig:13   | Killed Nyaziep the pandemonium lord
288519 | Zig:13   | Noticed Umnarhobb the pandemonium lord
288521 | Zig:13   | Killed Fadut the pandemonium lord
288524 | Zig:13   | Noticed Bumut the pandemonium lord
288524 | Zig:13   | Killed Uloitufoc the pandemonium lord
288524 | Zig:13   | Killed Neylae the pandemonium lord
288524 | Zig:13   | Killed Xefob the pandemonium lord
288526 | Zig:13   | Noticed Ryruess the pandemonium lord
288526 | Zig:13   | Killed Berhala the pandemonium lord
288526 | Zig:13   | Killed Cyzxis the pandemonium lord
288526 | Zig:13   | Killed Piwe the pandemonium lord
288527 | Zig:13   | Killed Bumut the pandemonium lord
288528 | Zig:13   | Noticed Hipnaown the pandemonium lord
288528 | Zig:13   | Noticed Bathin the pandemonium lord
288528 | Zig:13   | Noticed Piowk the pandemonium lord
288528 | Zig:13   | Killed Umnarhobb the pandemonium lord
288528 | Zig:13   | Killed Weuheoss the pandemonium lord
288529 | Zig:13   | Noticed Jiwnem the pandemonium lord
288529 | Zig:13   | Killed Bathin the pandemonium lord
288530 | Zig:13   | Killed Weamael the pandemonium lord
288531 | Zig:13   | Noticed Keekais the pandemonium lord
288531 | Zig:13   | Killed Piowk the pandemonium lord
288531 | Zig:13   | Killed Hipnaown the pandemonium lord
288531 | Zig:13   | Killed Jiwnem the pandemonium lord
288533 | Zig:13   | Noticed Casof the pandemonium lord
288534 | Zig:13   | Noticed Caot the pandemonium lord
288535 | Zig:13   | Killed Casof the pandemonium lord
288535 | Zig:13   | Killed Rihedin the pandemonium lord
288536 | Zig:13   | Noticed Zeelafux the pandemonium lord
288536 | Zig:13   | Noticed Otusaalusky the pandemonium lord
288536 | Zig:13   | Killed Zeelafux the pandemonium lord
288536 | Zig:13   | Killed Lavvuurgh the pandemonium lord
288536 | Zig:13   | Killed Ryruess the pandemonium lord
288537 | Zig:13   | Noticed Giowkuh the pandemonium lord
288540 | Zig:13   | Noticed Dooluwiu the pandemonium lord
288540 | Zig:13   | Killed Dooluwiu the pandemonium lord
288540 | Zig:13   | Killed Ciaxku the pandemonium lord
288540 | Zig:13   | Killed Giowkuh the pandemonium lord
288540 | Zig:13   | Killed Ruebikol the pandemonium lord
288540 | Zig:13   | Killed Keekais the pandemonium lord
288540 | Zig:13   | Killed Niowaf the pandemonium lord
288544 | Zig:13   | Killed Caot the pandemonium lord
288544 | Zig:13   | Killed Otusaalusky the pandemonium lord
288544 | Zig:13   | Killed Wumn the pandemonium lord
288545 | Zig:13   | Noticed Muusenal the pandemonium lord
288549 | Zig:13   | Noticed Worouply the pandemonium lord
288554 | Zig:13   | Noticed Uwyomib the pandemonium lord
288556 | Zig:13   | Killed Uwyomib the pandemonium lord
288556 | Zig:13   | Killed Worouply the pandemonium lord
288557 | Zig:13   | Killed Muusenal the pandemonium lord
288620 | Zig:13   | Got a clouded silver ring
288622 | Zig:13   | Identified the ring of Xom's Sleight of Hands {Wiz rC- Str+2 Stlth+} (You found it on level 13 of a ziggurat)
288630 | Zig:13   | Got a slimy steel ring
288631 | Zig:13   | Identified the ring "Popuwoet" {rC+ MR++ Str+2 Int-2 Dex+4} (You found it on level 13 of a ziggurat)
288636 | Zig:13   | Got a transparent lead ring
288638 | Zig:13   | Identified the ring of Ytitem {+Blink +Fly rN+++ Str-4 Slay+2} (You found it on level 13 of a ziggurat)
288649 | Zig:13   | Got a clouded ivory amulet
288650 | Zig:13   | Identified the amulet "Qoes" {Inacc MR+ Int+5 SInv} (You found it on level 13 of a ziggurat)
288808 | Zig:14   | Entered Level 14 of a ziggurat
288999 | Zig:14   | Got a flickering wooden ring
289001 | Zig:14   | Identified the ring of Dija {*Corrode +Blink rElec rF+ SInv} (You found it on level 14 of a ziggurat)
289046 | Zig:15   | Entered Level 15 of a ziggurat
289046 | Zig:15   | Noticed Orghai the pandemonium lord
289046 | Zig:15   | Noticed Zakoho the pandemonium lord
289046 | Zig:15   | Noticed Yrick the pandemonium lord
289046 | Zig:15   | Noticed Xeutiq the pandemonium lord
289046 | Zig:15   | Noticed Imacsa the pandemonium lord
289046 | Zig:15   | Noticed Semyem the pandemonium lord
289046 | Zig:15   | Noticed Xuexe the pandemonium lord
289046 | Zig:15   | Noticed Koonoergh the pandemonium lord
289046 | Zig:15   | Noticed Utwunoh the pandemonium lord
289046 | Zig:15   | Noticed Cotav the pandemonium lord
289046 | Zig:15   | Noticed Bicou the pandemonium lord
289046 | Zig:15   | Noticed Kogax the pandemonium lord
289046 | Zig:15   | Noticed Nafuskea the pandemonium lord
289046 | Zig:15   | Noticed Keteuw the pandemonium lord
289046 | Zig:15   | Noticed Uwiqe the pandemonium lord
289046 | Zig:15   | Noticed Vefra the pandemonium lord
289046 | Zig:15   | Noticed Matt the pandemonium lord
289046 | Zig:15   | Noticed Fatsusep the pandemonium lord
289046 | Zig:15   | Noticed Zeito the pandemonium lord
289046 | Zig:15   | Noticed Joperil the pandemonium lord
289046 | Zig:15   | Noticed Gud Gous the pandemonium lord
289046 | Zig:15   | Noticed Qetijash the pandemonium lord
289046 | Zig:15   | Noticed Fatocixe the pandemonium lord
289046 | Zig:15   | Noticed Joponwat the pandemonium lord
289046 | Zig:15   | Noticed Cuudis the pandemonium lord
289046 | Zig:15   | Noticed Feyfath the pandemonium lord
289046 | Zig:15   | Noticed Giurhaff the pandemonium lord
289046 | Zig:15   | Noticed Oced the pandemonium lord
289046 | Zig:15   | Noticed Piesajos the pandemonium lord
289046 | Zig:15   | Noticed Ycrabar the pandemonium lord
289048 | Zig:15   | Noticed Vuarajilas the pandemonium lord
289048 | Zig:15   | Noticed Muwagg the pandemonium lord
289048 | Zig:15   | Noticed Uleastrai the pandemonium lord
289048 | Zig:15   | Noticed Wogo Maq the pandemonium lord
289051 | Zig:15   | Killed Vefra the pandemonium lord
289052 | Zig:15   | Killed Oced the pandemonium lord
289052 | Zig:15   | Killed Matt the pandemonium lord
289054 | Zig:15   | Noticed Tuit the pandemonium lord
289054 | Zig:15   | Noticed Uzumoz the pandemonium lord
289058 | Zig:15   | Noticed Cedesopre the pandemonium lord
289058 | Zig:15   | Killed Fatocixe the pandemonium lord
289058 | Zig:15   | Killed Cuudis the pandemonium lord
289058 | Zig:15   | Killed Xuexe the pandemonium lord
289058 | Zig:15   | Killed Joperil the pandemonium lord
289058 | Zig:15   | Killed Kogax the pandemonium lord
289059 | Zig:15   | Noticed Gyklel the pandemonium lord
289062 | Zig:15   | Killed Piesajos the pandemonium lord
289062 | Zig:15   | Killed Giurhaff the pandemonium lord
289064 | Zig:15   | Killed Keteuw the pandemonium lord
289066 | Zig:15   | Killed Muwagg the pandemonium lord
289066 | Zig:15   | Killed Utwunoh the pandemonium lord
289066 | Zig:15   | Killed Fatsusep the pandemonium lord
289066 | Zig:15   | Killed Koonoergh the pandemonium lord
289067 | Zig:15   | Noticed Tepoed the pandemonium lord
289068 | Zig:15   | Killed Gud Gous the pandemonium lord
289071 | Zig:15   | Killed Vuarajilas the pandemonium lord
289071 | Zig:15   | Killed Bicou the pandemonium lord
289071 | Zig:15   | Killed Zakoho the pandemonium lord
289071 | Zig:15   | Killed Wogo Maq the pandemonium lord
289071 | Zig:15   | Killed Uleastrai the pandemonium lord
289072 | Zig:15   | Killed Feyfath the pandemonium lord
289074 | Zig:15   | Noticed Dissaog the pandemonium lord
289074 | Zig:15   | Noticed Rivving the pandemonium lord
289074 | Zig:15   | Noticed Roshrile the pandemonium lord
289075 | Zig:15   | Killed Nafuskea the pandemonium lord
289075 | Zig:15   | Killed Uwiqe the pandemonium lord
289075 | Zig:15   | Killed Gyklel the pandemonium lord
289075 | Zig:15   | Killed Joponwat the pandemonium lord
289075 | Zig:15   | Killed Tepoed the pandemonium lord
289075 | Zig:15   | Killed Imacsa the pandemonium lord
289075 | Zig:15   | Killed Cedesopre the pandemonium lord
289076 | Zig:15   | Noticed Hitumm the pandemonium lord
289076 | Zig:15   | Noticed Qaub the pandemonium lord
289077 | Zig:15   | Noticed Qiehirywk the pandemonium lord
289077 | Zig:15   | Noticed Cuxon the pandemonium lord
289078 | Zig:15   | Noticed Maffep the pandemonium lord
289078 | Zig:15   | Noticed Xajeaxei the pandemonium lord
289080 | Zig:15   | Killed Tuit the pandemonium lord
289081 | Zig:15   | Killed Qetijash the pandemonium lord
289082 | Zig:15   | Noticed Emereif the pandemonium lord
289082 | Zig:15   | Noticed Fohogg the pandemonium lord
289082 | Zig:15   | Noticed Enoacs the pandemonium lord
289083 | Zig:15   | Noticed Woraav the pandemonium lord
289083 | Zig:15   | Noticed Zeakhlu the pandemonium lord
289084 | Zig:15   | Noticed Xohoghet the pandemonium lord
289084 | Zig:15   | Killed Zeito the pandemonium lord
289084 | Zig:15   | Killed Hitumm the pandemonium lord
289084 | Zig:15   | Killed Cotav the pandemonium lord
289084 | Zig:15   | Killed Dissaog the pandemonium lord
289084 | Zig:15   | Killed Semyem the pandemonium lord
289084 | Zig:15   | Killed Xajeaxei the pandemonium lord
289084 | Zig:15   | Killed Orghai the pandemonium lord
289086 | Zig:15   | Killed Zeakhlu the pandemonium lord
289086 | Zig:15   | Killed Fohogg the pandemonium lord
289086 | Zig:15   | Killed Roshrile the pandemonium lord
289087 | Zig:15   | Killed Ycrabar the pandemonium lord
289087 | Zig:15   | Killed Maffep the pandemonium lord
289087 | Zig:15   | Killed Enoacs the pandemonium lord
289087 | Zig:15   | Killed Uzumoz the pandemonium lord
289087 | Zig:15   | Killed Yrick the pandemonium lord
289088 | Zig:15   | Noticed Vuag the pandemonium lord
289091 | Zig:15   | Noticed Zenixt the pandemonium lord
289092 | Zig:15   | Noticed Ynikleklu the pandemonium lord
289093 | Zig:15   | Noticed Ibbet the pandemonium lord
289093 | Zig:15   | Noticed Toq Ahut the pandemonium lord
289093 | Zig:15   | Noticed Yduil the pandemonium lord
289093 | Zig:15   | Noticed Qagg the pandemonium lord
289093 | Zig:15   | Killed Xohoghet the pandemonium lord
289094 | Zig:15   | Noticed Jemni the pandemonium lord
289095 | Zig:15   | Noticed Aranoj the pandemonium lord
289095 | Zig:15   | Killed Yduil the pandemonium lord
289095 | Zig:15   | Killed Xeutiq the pandemonium lord
289095 | Zig:15   | Killed Cuxon the pandemonium lord
289095 | Zig:15   | Killed Jemni the pandemonium lord
289095 | Zig:15   | Killed Woraav the pandemonium lord
289097 | Zig:15   | Noticed Xiwad the pandemonium lord
289097 | Zig:15   | Noticed Faedoaz the pandemonium lord
289097 | Zig:15   | Noticed Uxzogi the pandemonium lord
289097 | Zig:15   | Noticed Zocsejul the pandemonium lord
289097 | Zig:15   | Killed Zenixt the pandemonium lord
289098 | Zig:15   | Noticed Vuasaom the pandemonium lord
289098 | Zig:15   | Killed Xiwad the pandemonium lord
289098 | Zig:15   | Killed Qiehirywk the pandemonium lord
289098 | Zig:15   | Killed Emereif the pandemonium lord
289098 | Zig:15   | Killed Vuasaom the pandemonium lord
289098 | Zig:15   | Killed Vuag the pandemonium lord
289099 | Zig:15   | Noticed Paerexo the pandemonium lord
289099 | Zig:15   | Noticed Epnas the pandemonium lord
289099 | Zig:15   | Noticed Cedop the pandemonium lord
289100 | Zig:15   | Noticed Rezxoh the pandemonium lord
289100 | Zig:15   | Killed Faedoaz the pandemonium lord
289100 | Zig:15   | Killed Qagg the pandemonium lord
289101 | Zig:15   | Noticed Aclu the pandemonium lord
289103 | Zig:15   | Killed Rivving the pandemonium lord
289103 | Zig:15   | Killed Epnas the pandemonium lord
289103 | Zig:15   | Killed Zocsejul the pandemonium lord
289105 | Zig:15   | Noticed Ciwaub the pandemonium lord
289105 | Zig:15   | Killed Toq Ahut the pandemonium lord
289105 | Zig:15   | Killed Uxzogi the pandemonium lord
289105 | Zig:15   | Killed Cedop the pandemonium lord
289105 | Zig:15   | Killed Rezxoh the pandemonium lord
289106 | Zig:15   | Noticed Wobbeole the pandemonium lord
289106 | Zig:15   | Noticed Obronammy the pandemonium lord
289106 | Zig:15   | Killed Qaub the pandemonium lord
289107 | Zig:15   | Noticed Nenazomp the pandemonium lord
289108 | Zig:15   | Killed Aranoj the pandemonium lord
289109 | Zig:15   | Noticed Yschaov the pandemonium lord
289109 | Zig:15   | Noticed Xann the pandemonium lord
289110 | Zig:15   | Killed Paerexo the pandemonium lord
289110 | Zig:15   | Killed Ibbet the pandemonium lord
289110 | Zig:15   | Killed Poloxitt the pandemonium lord
289110 | Zig:15   | Killed Obronammy the pandemonium lord
289110 | Zig:15   | Killed Aclu the pandemonium lord
289111 | Zig:15   | Noticed Jyfiw the pandemonium lord
289111 | Zig:15   | Noticed Nieg the pandemonium lord
289111 | Zig:15   | Noticed Ilaewn the pandemonium lord
289112 | Zig:15   | Noticed Yguqot the pandemonium lord
289112 | Zig:15   | Noticed Wideam the pandemonium lord
289112 | Zig:15   | Noticed Juen the pandemonium lord
289113 | Zig:15   | Noticed Tyuwnodo the pandemonium lord
289113 | Zig:15   | Noticed Vearut the pandemonium lord
289113 | Zig:15   | Noticed Istesalal the pandemonium lord
289113 | Zig:15   | Killed Wobbeole the pandemonium lord
289115 | Zig:15   | Noticed Cafocor the pandemonium lord
289115 | Zig:15   | Noticed Enou the pandemonium lord
289115 | Zig:15   | Killed Enou the pandemonium lord
289115 | Zig:15   | Killed Wideam the pandemonium lord
289116 | Zig:15   | Noticed Renesh the pandemonium lord
289116 | Zig:15   | Killed Vearut the pandemonium lord
289116 | Zig:15   | Killed Juen the pandemonium lord
289116 | Zig:15   | Killed Cafocor the pandemonium lord
289116 | Zig:15   | Killed Xann the pandemonium lord
289116 | Zig:15   | Killed Nenazomp the pandemonium lord
289116 | Zig:15   | Killed Ciwaub the pandemonium lord
289116 | Zig:15   | Killed Yguqot the pandemonium lord
289116 | Zig:15   | Killed Ynikleklu the pandemonium lord
289117 | Zig:15   | Noticed Ynavovak the pandemonium lord
289120 | Zig:15   | Noticed Vomual the pandemonium lord
289120 | Zig:15   | Noticed Okhemem the pandemonium lord
289121 | Zig:15   | Noticed Lenu the pandemonium lord
289122 | Zig:15   | Noticed Kotejiuh the pandemonium lord
289122 | Zig:15   | Noticed Zaopt the pandemonium lord
289122 | Zig:15   | Killed Tyuwnodo the pandemonium lord
289122 | Zig:15   | Killed Jyfiw the pandemonium lord
289124 | Zig:15   | Noticed Farpheu the pandemonium lord
289124 | Zig:15   | Noticed Venysir the pandemonium lord
289125 | Zig:15   | Noticed Oqeeff the pandemonium lord
289125 | Zig:15   | Killed Okhemem the pandemonium lord
289126 | Zig:15   | Noticed Urun the pandemonium lord
289126 | Zig:15   | Noticed Herpharea the pandemonium lord
289127 | Zig:15   | Killed Farpheu the pandemonium lord
289128 | Zig:15   | Noticed Ziugefick the pandemonium lord
289128 | Zig:15   | Noticed Olaoll the pandemonium lord
289132 | Zig:15   | Killed Vomual the pandemonium lord
289133 | Zig:15   | Killed Oqeeff the pandemonium lord
289133 | Zig:15   | Killed Kotejiuh the pandemonium lord
289133 | Zig:15   | Killed Yschaov the pandemonium lord
289134 | Zig:15   | Noticed Ferchev the pandemonium lord
289135 | Zig:15   | Noticed Lyba the pandemonium lord
289135 | Zig:15   | Noticed Hieje the pandemonium lord
289135 | Zig:15   | Noticed Ubaoriw the pandemonium lord
289135 | Zig:15   | Killed Istesalal the pandemonium lord
289136 | Zig:15   | Killed Nieg the pandemonium lord
289136 | Zig:15   | Killed Ilaewn the pandemonium lord
289137 | Zig:15   | Noticed Merihuegg the pandemonium lord
289137 | Zig:15   | Noticed Emutzis the pandemonium lord
289137 | Zig:15   | Killed Lenu the pandemonium lord
289137 | Zig:15   | Killed Venysir the pandemonium lord
289138 | Zig:15   | Noticed Rumaorikh the pandemonium lord
289139 | Zig:15   | Noticed Zatreed the pandemonium lord
289139 | Zig:15   | Noticed Jyces the pandemonium lord
289140 | Zig:15   | Killed Ziugefick the pandemonium lord
289141 | Zig:15   | Noticed Qiozxyuh the pandemonium lord
289141 | Zig:15   | Killed Ynavovak the pandemonium lord
289141 | Zig:15   | Killed Olaoll the pandemonium lord
289142 | Zig:15   | Killed Renesh the pandemonium lord
289147 | Zig:15   | Killed Lyba the pandemonium lord
289148 | Zig:15   | Noticed Fokigut the pandemonium lord
289148 | Zig:15   | Killed Zatreed the pandemonium lord
289148 | Zig:15   | Killed Ubaoriw the pandemonium lord
289150 | Zig:15   | Noticed Real the pandemonium lord
289150 | Zig:15   | Noticed Imoupte the pandemonium lord
289151 | Zig:15   | Noticed Poil the pandemonium lord
289151 | Zig:15   | Killed Zaopt the pandemonium lord
289152 | Zig:15   | Killed Emutzis the pandemonium lord
289152 | Zig:15   | Killed Ferchev the pandemonium lord
289153 | Zig:15   | Killed Herpharea the pandemonium lord
289154 | Zig:15   | Noticed Qenimofu the pandemonium lord
289154 | Zig:15   | Killed Rumaorikh the pandemonium lord
289155 | Zig:15   | Noticed Voakhlorr the pandemonium lord
289155 | Zig:15   | Killed Real the pandemonium lord
289156 | Zig:15   | Killed Voakhlorr the pandemonium lord
289156 | Zig:15   | Killed Poil the pandemonium lord
289156 | Zig:15   | Killed Hieje the pandemonium lord
289156 | Zig:15   | Killed Urun the pandemonium lord
289156 | Zig:15   | Killed Fokigut the pandemonium lord
289156 | Zig:15   | Killed Jyces the pandemonium lord
289157 | Zig:15   | Noticed Wichiupo the pandemonium lord
289157 | Zig:15   | Noticed Sebum the pandemonium lord
289157 | Zig:15   | Killed Qenimofu the pandemonium lord
289157 | Zig:15   | Killed Qiozxyuh the pandemonium lord
289159 | Zig:15   | Noticed Riteymp the pandemonium lord
289160 | Zig:15   | Noticed Netred the pandemonium lord
289161 | Zig:15   | Noticed Neroaphod the pandemonium lord
289161 | Zig:15   | Noticed Koobb the pandemonium lord
289161 | Zig:15   | Killed Merihuegg the pandemonium lord
289161 | Zig:15   | Killed Wichiupo the pandemonium lord
289163 | Zig:15   | Killed Sebum the pandemonium lord
289164 | Zig:15   | Noticed Qoocar the pandemonium lord
289165 | Zig:15   | Noticed Guetz the pandemonium lord
289165 | Zig:15   | Noticed Woupoameth the pandemonium lord
289166 | Zig:15   | Killed Imoupte the pandemonium lord
289166 | Zig:15   | Killed Vog Siup the pandemonium lord
289169 | Zig:15   | Noticed Souging the pandemonium lord
289169 | Zig:15   | Killed Guetz the pandemonium lord
289170 | Zig:15   | Killed Neroaphod the pandemonium lord
289173 | Zig:15   | Noticed Vajegh the pandemonium lord
289174 | Zig:15   | Noticed Aduadd the pandemonium lord
289175 | Zig:15   | Noticed Wyryvio the pandemonium lord
289176 | Zig:15   | Noticed Ujeyra the pandemonium lord
289177 | Zig:15   | Noticed Gepur the pandemonium lord
289177 | Zig:15   | Noticed Fousullo the pandemonium lord
289177 | Zig:15   | Killed Qoocar the pandemonium lord
289177 | Zig:15   | Killed Netred the pandemonium lord
289177 | Zig:15   | Killed Woupoameth the pandemonium lord
289177 | Zig:15   | Killed Riteymp the pandemonium lord
289177 | Zig:15   | Killed Koobb the pandemonium lord
289178 | Zig:15   | Noticed Notetet the pandemonium lord
289179 | Zig:15   | Noticed Jocsariy the pandemonium lord
289179 | Zig:15   | Killed Fousullo the pandemonium lord
289179 | Zig:15   | Killed Vajegh the pandemonium lord
289180 | Zig:15   | Killed Ujeyra the pandemonium lord
289180 | Zig:15   | Killed Wyryvio the pandemonium lord
289180 | Zig:15   | Killed Gepur the pandemonium lord
289181 | Zig:15   | Noticed Umusaxiv the pandemonium lord
289181 | Zig:15   | Noticed Quuromm the pandemonium lord
289181 | Zig:15   | Killed Souging the pandemonium lord
289182 | Zig:15   | Noticed Eniewuth the pandemonium lord
289182 | Zig:15   | Killed Ehihyn the pandemonium lord
289182 | Zig:15   | Killed Quuromm the pandemonium lord
289183 | Zig:15   | Noticed Uraudup the pandemonium lord
289183 | Zig:15   | Noticed Onejusic the pandemonium lord
289183 | Zig:15   | Killed Onejusic the pandemonium lord
289186 | Zig:15   | Noticed Olag the pandemonium lord
289188 | Zig:15   | Killed Notetet the pandemonium lord
289188 | Zig:15   | Killed Jocsariy the pandemonium lord
289188 | Zig:15   | Noticed Tucualud the pandemonium lord
289189 | Zig:15   | Killed Umusaxiv the pandemonium lord
289190 | Zig:15   | Noticed Soleuf the pandemonium lord
289191 | Zig:15   | Killed Olag the pandemonium lord
289191 | Zig:15   | Killed Tucualud the pandemonium lord
289191 | Zig:15   | Killed Quler the pandemonium lord
289192 | Zig:15   | Noticed Tuenaa the pandemonium lord
289192 | Zig:15   | Killed Uraudup the pandemonium lord
289193 | Zig:15   | Noticed Desaditi the pandemonium lord
289195 | Zig:15   | Noticed Opadicw the pandemonium lord
289195 | Zig:15   | Noticed Ithalech the pandemonium lord
289196 | Zig:15   | Killed Opadicw the pandemonium lord
289196 | Zig:15   | Killed Desaditi the pandemonium lord
289196 | Zig:15   | Killed Aduadd the pandemonium lord
289197 | Zig:15   | Noticed Teeciyt the pandemonium lord
289197 | Zig:15   | Noticed Dasmuz the pandemonium lord
289197 | Zig:15   | Noticed Booponee the pandemonium lord
289197 | Zig:15   | Killed Tuenaa the pandemonium lord
289198 | Zig:15   | Noticed Ezaed the pandemonium lord
289198 | Zig:15   | Killed Ithalech the pandemonium lord
289199 | Zig:15   | Noticed Tishruqa the pandemonium lord
289199 | Zig:15   | Noticed Fiapn the pandemonium lord
289199 | Zig:15   | Noticed Umothog the pandemonium lord
289199 | Zig:15   | Killed Soleuf the pandemonium lord
289199 | Zig:15   | Killed Ezaed the pandemonium lord
289199 | Zig:15   | Killed Teeciyt the pandemonium lord
289199 | Zig:15   | Killed Dasmuz the pandemonium lord
289199 | Zig:15   | Killed Booponee the pandemonium lord
289199 | Zig:15   | Killed Eniewuth the pandemonium lord
289199 | Zig:15   | Killed Umothog the pandemonium lord
289201 | Zig:15   | Noticed Moczierph the pandemonium lord
289201 | Zig:15   | Noticed Poatung the pandemonium lord
289204 | Zig:15   | Killed Tishruqa the pandemonium lord
289206 | Zig:15   | Noticed Isuiff the pandemonium lord
289208 | Zig:15   | Noticed Maaxuej the pandemonium lord
289208 | Zig:15   | Killed Poatung the pandemonium lord
289209 | Zig:15   | Killed Isuiff the pandemonium lord
289211 | Zig:15   | Noticed Zipun the pandemonium lord
289211 | Zig:15   | Killed Moczierph the pandemonium lord
289211 | Zig:15   | Killed Maaxuej the pandemonium lord
289214 | Zig:15   | Noticed Luchiruv the pandemonium lord
289218 | Zig:15   | Killed Fiapn the pandemonium lord
289225 | Zig:15   | Killed Luchiruv the pandemonium lord
289228 | Zig:15   | Killed Zipun the pandemonium lord
289231 | Zig:15   | Noticed Vyulytzy the pandemonium lord
289236 | Zig:15   | Noticed Amofyqeba the pandemonium lord
289238 | Zig:15   | Killed Amofyqeba the pandemonium lord
289238 | Zig:15   | Killed Vyulytzy the pandemonium lord
289314 | Zig:15   | Identified the Catalogue of Darkness and Feathers
289349 | Zig:15   | Got a slimy iron ring
289351 | Zig:15   | Identified the ring of Dissent {rC+ MP+9 Str+3 Stlth-} (You found it on level 15 of a ziggurat)
289484 | Zig:16   | Entered Level 16 of a ziggurat
289484 | Zig:16   | Noticed a juggernaut
289484 | Zig:16   | Noticed a juggernaut
289484 | Zig:16   | Noticed a juggernaut
289484 | Zig:16   | Noticed a juggernaut
289484 | Zig:16   | Noticed a juggernaut
289484 | Zig:16   | Noticed a juggernaut
289484 | Zig:16   | Noticed a juggernaut
289484 | Zig:16   | Noticed a juggernaut
289484 | Zig:16   | Noticed a juggernaut
289484 | Zig:16   | Noticed a juggernaut
289484 | Zig:16   | Noticed a juggernaut
289484 | Zig:16   | Noticed a juggernaut
289484 | Zig:16   | Noticed a juggernaut
289486 | Zig:16   | Noticed a juggernaut
289487 | Zig:16   | Killed a juggernaut
289487 | Zig:16   | Killed a juggernaut
289487 | Zig:16   | Killed a juggernaut
289487 | Zig:16   | Killed a juggernaut
289487 | Zig:16   | Killed a juggernaut
289487 | Zig:16   | Killed a juggernaut
289487 | Zig:16   | Killed a juggernaut
289487 | Zig:16   | Killed a juggernaut
289488 | Zig:16   | Noticed a juggernaut
289488 | Zig:16   | Noticed a juggernaut
289488 | Zig:16   | Killed a juggernaut
289488 | Zig:16   | Killed a juggernaut
289488 | Zig:16   | Killed a juggernaut
289489 | Zig:16   | Noticed a juggernaut
289489 | Zig:16   | Noticed a juggernaut
289489 | Zig:16   | Killed a juggernaut
289489 | Zig:16   | Killed a juggernaut
289490 | Zig:16   | Noticed a juggernaut
289490 | Zig:16   | Noticed a juggernaut
289490 | Zig:16   | Killed a juggernaut
289490 | Zig:16   | Killed a juggernaut
289491 | Zig:16   | Noticed a juggernaut
289491 | Zig:16   | Noticed a juggernaut
289492 | Zig:16   | Noticed a juggernaut
289492 | Zig:16   | Noticed a juggernaut
289492 | Zig:16   | Noticed a juggernaut
289492 | Zig:16   | Noticed a juggernaut
289493 | Zig:16   | Noticed a juggernaut
289493 | Zig:16   | Noticed a juggernaut
289493 | Zig:16   | Noticed a juggernaut
289493 | Zig:16   | Killed a juggernaut
289493 | Zig:16   | Killed a juggernaut
289494 | Zig:16   | Noticed a juggernaut
289494 | Zig:16   | Noticed a juggernaut
289495 | Zig:16   | Killed a juggernaut
289495 | Zig:16   | Killed a juggernaut
289495 | Zig:16   | Killed a juggernaut
289496 | Zig:16   | Noticed a juggernaut
289496 | Zig:16   | Noticed a juggernaut
289496 | Zig:16   | Killed a juggernaut
289496 | Zig:16   | Killed a juggernaut
289496 | Zig:16   | Killed a juggernaut
289497 | Zig:16   | Killed a juggernaut
289497 | Zig:16   | Killed a juggernaut
289498 | Zig:16   | Noticed a juggernaut
289498 | Zig:16   | Noticed a juggernaut
289498 | Zig:16   | Noticed a juggernaut
289498 | Zig:16   | Noticed a juggernaut
289498 | Zig:16   | Killed a juggernaut
289498 | Zig:16   | Killed a juggernaut
289498 | Zig:16   | Killed a juggernaut
289498 | Zig:16   | Killed a juggernaut
289499 | Zig:16   | Noticed a juggernaut
289499 | Zig:16   | Noticed a juggernaut
289499 | Zig:16   | Noticed a juggernaut
289499 | Zig:16   | Killed a juggernaut
289500 | Zig:16   | Killed a juggernaut
289500 | Zig:16   | Killed a juggernaut
289501 | Zig:16   | Killed a juggernaut
289501 | Zig:16   | Killed a juggernaut
289502 | Zig:16   | Noticed a juggernaut
289502 | Zig:16   | Noticed a juggernaut
289502 | Zig:16   | Noticed a juggernaut
289502 | Zig:16   | Killed a juggernaut
289503 | Zig:16   | Noticed a juggernaut
289503 | Zig:16   | Noticed a juggernaut
289503 | Zig:16   | Killed a juggernaut
289503 | Zig:16   | Killed a juggernaut
289503 | Zig:16   | Killed a juggernaut
289504 | Zig:16   | Noticed a juggernaut
289504 | Zig:16   | Noticed a juggernaut
289504 | Zig:16   | Noticed a juggernaut
289504 | Zig:16   | Noticed a juggernaut
289505 | Zig:16   | Noticed a juggernaut
289505 | Zig:16   | Killed a juggernaut
289505 | Zig:16   | Killed a juggernaut
289506 | Zig:16   | Noticed a juggernaut
289506 | Zig:16   | Killed a juggernaut
289506 | Zig:16   | Killed a juggernaut
289506 | Zig:16   | Killed a juggernaut
289507 | Zig:16   | Killed a juggernaut
289508 | Zig:16   | Noticed a juggernaut
289508 | Zig:16   | Killed a juggernaut
289509 | Zig:16   | Noticed a juggernaut
289509 | Zig:16   | Killed a juggernaut
289509 | Zig:16   | Killed a juggernaut
289510 | Zig:16   | Noticed a juggernaut
289510 | Zig:16   | Killed a juggernaut
289510 | Zig:16   | Killed a juggernaut
289510 | Zig:16   | Killed a juggernaut
289510 | Zig:16   | Killed a juggernaut
289511 | Zig:16   | Noticed a juggernaut
289512 | Zig:16   | Noticed a juggernaut
289512 | Zig:16   | Noticed a juggernaut
289513 | Zig:16   | Noticed a juggernaut
289513 | Zig:16   | Killed a juggernaut
289513 | Zig:16   | Killed a juggernaut
289514 | Zig:16   | Noticed a juggernaut
289515 | Zig:16   | Noticed a juggernaut
289515 | Zig:16   | Killed a juggernaut
289516 | Zig:16   | Killed a juggernaut
289516 | Zig:16   | Killed a juggernaut
289516 | Zig:16   | Killed a juggernaut
289518 | Zig:16   | Noticed a juggernaut
289518 | Zig:16   | Killed a juggernaut
289518 | Zig:16   | Killed a juggernaut
289519 | Zig:16   | Killed a juggernaut
289524 | Zig:16   | Killed a juggernaut
289733 | Zig:16   | Got a heavily runed iron ring
289734 | Zig:16   | Identified the ring "Akeaheirr" {Ice *Drain rElec MR++ SInv} (You found it on level 16 of a ziggurat)
289784 | Zig:17   | Entered Level 17 of a ziggurat
289916 | Zig:17   | Got a faintly glowing marble ring
289918 | Zig:17   | Identified the ring "Miffiass" {Wiz rN++ MR- Str+2 SInv} (You found it on level 17 of a ziggurat)
289925 | Zig:17   | Got a wavering glass ring
289926 | Zig:17   | Identified the ring "Ucazxiwn" {Wiz Str+3 Int+3} (You found it on level 17 of a ziggurat)
289930 | Zig:17   | Got a scintillating lead ring
289932 | Zig:17   | Identified the ring of the Kangaroo {Int+4 SInv} (You found it on level 17 of a ziggurat)
289940 | Zig:17   | Got a slimy ivory ring
289941 | Zig:17   | Identified the ring of the Middle {rCorr MR++ Slay+5} (You found it on level 17 of a ziggurat)
289945 | Zig:17   | Got a smoking silver ring
289946 | Zig:17   | Identified the ring of Zevixzar {rF+ rC+} (You found it on level 17 of a ziggurat)
289962 | Zig:17   | Got a shimmering ivory amulet
289963 | Zig:17   | Identified the amulet "Tochaqoyle" {RegenMP rPois rF- rC+++ MR+} (You found it on level 17 of a ziggurat)
289986 | Zig:17   | Got a smoking broad axe
289987 | Zig:17   | Identified the cursed +0 broad axe of the Crushed Beggars {flame, rF++ Int+5} (You found it on level 17 of a ziggurat)
290007 | Zig:18   | Entered Level 18 of a ziggurat
290007 | Zig:18   | Noticed a juggernaut
290007 | Zig:18   | Noticed a juggernaut
290007 | Zig:18   | Noticed a juggernaut
290007 | Zig:18   | Noticed a juggernaut
290007 | Zig:18   | Noticed a juggernaut
290007 | Zig:18   | Noticed a juggernaut
290007 | Zig:18   | Noticed a juggernaut
290007 | Zig:18   | Noticed a juggernaut
290007 | Zig:18   | Noticed a juggernaut
290007 | Zig:18   | Noticed a juggernaut
290007 | Zig:18   | Noticed a juggernaut
290007 | Zig:18   | Noticed a juggernaut
290007 | Zig:18   | Noticed a juggernaut
290007 | Zig:18   | Noticed a juggernaut
290007 | Zig:18   | Noticed a juggernaut
290009 | Zig:18   | Noticed a juggernaut
290010 | Zig:18   | Killed a juggernaut
290010 | Zig:18   | Killed a juggernaut
290010 | Zig:18   | Killed a juggernaut
290010 | Zig:18   | Killed a juggernaut
290010 | Zig:18   | Killed a juggernaut
290010 | Zig:18   | Killed a juggernaut
290010 | Zig:18   | Killed a juggernaut
290011 | Zig:18   | Noticed a juggernaut
290011 | Zig:18   | Noticed a juggernaut
290011 | Zig:18   | Noticed a juggernaut
290011 | Zig:18   | Noticed a juggernaut
290011 | Zig:18   | Killed a juggernaut
290011 | Zig:18   | Killed a juggernaut
290011 | Zig:18   | Killed a juggernaut
290011 | Zig:18   | Killed a juggernaut
290012 | Zig:18   | Noticed a juggernaut
290012 | Zig:18   | Noticed a juggernaut
290012 | Zig:18   | Killed a juggernaut
290012 | Zig:18   | Killed a juggernaut
290012 | Zig:18   | Killed a juggernaut
290013 | Zig:18   | Noticed a juggernaut
290013 | Zig:18   | Killed a juggernaut
290013 | Zig:18   | Killed a juggernaut
290014 | Zig:18   | Noticed a juggernaut
290014 | Zig:18   | Noticed a juggernaut
290014 | Zig:18   | Noticed a juggernaut
290015 | Zig:18   | Noticed a juggernaut
290015 | Zig:18   | Noticed a juggernaut
290015 | Zig:18   | Noticed a juggernaut
290016 | Zig:18   | Noticed a juggernaut
290016 | Zig:18   | Noticed a juggernaut
290017 | Zig:18   | Noticed a juggernaut
290017 | Zig:18   | Noticed a juggernaut
290017 | Zig:18   | Noticed a juggernaut
290018 | Zig:18   | Noticed a juggernaut
290018 | Zig:18   | Noticed a juggernaut
290018 | Zig:18   | Noticed a juggernaut
290018 | Zig:18   | Noticed a juggernaut
290018 | Zig:18   | Noticed a juggernaut
290019 | Zig:18   | Noticed a juggernaut
290020 | Zig:18   | Noticed a juggernaut
290020 | Zig:18   | Noticed a juggernaut
290020 | Zig:18   | Killed a juggernaut
290021 | Zig:18   | Noticed a juggernaut
290021 | Zig:18   | Killed a juggernaut
290021 | Zig:18   | Killed a juggernaut
290021 | Zig:18   | Killed a juggernaut
290021 | Zig:18   | Killed a juggernaut
290021 | Zig:18   | Killed a juggernaut
290021 | Zig:18   | Killed a juggernaut
290021 | Zig:18   | Killed a juggernaut
290021 | Zig:18   | Killed a juggernaut
290021 | Zig:18   | Killed a juggernaut
290022 | Zig:18   | Noticed a juggernaut
290022 | Zig:18   | Killed a juggernaut
290022 | Zig:18   | Killed a juggernaut
290022 | Zig:18   | Killed a juggernaut
290022 | Zig:18   | Killed a juggernaut
290022 | Zig:18   | Killed a juggernaut
290022 | Zig:18   | Killed a juggernaut
290022 | Zig:18   | Killed a juggernaut
290022 | Zig:18   | Killed a juggernaut
290022 | Zig:18   | Killed a juggernaut
290022 | Zig:18   | Killed a juggernaut
290022 | Zig:18   | Killed a juggernaut
290022 | Zig:18   | Killed a juggernaut
290022 | Zig:18   | Killed a juggernaut
290023 | Zig:18   | Noticed a juggernaut
290023 | Zig:18   | Noticed a juggernaut
290023 | Zig:18   | Noticed a juggernaut
290023 | Zig:18   | Noticed a juggernaut
290023 | Zig:18   | Killed a juggernaut
290023 | Zig:18   | Killed a juggernaut
290023 | Zig:18   | Killed a juggernaut
290023 | Zig:18   | Killed a juggernaut
290023 | Zig:18   | Killed a juggernaut
290024 | Zig:18   | Noticed a juggernaut
290024 | Zig:18   | Noticed a juggernaut
290024 | Zig:18   | Noticed a juggernaut
290024 | Zig:18   | Noticed a juggernaut
290024 | Zig:18   | Noticed a juggernaut
290025 | Zig:18   | Killed a juggernaut
290026 | Zig:18   | Noticed a juggernaut
290026 | Zig:18   | Noticed a juggernaut
290026 | Zig:18   | Noticed a juggernaut
290026 | Zig:18   | Noticed a juggernaut
290027 | Zig:18   | Noticed a juggernaut
290027 | Zig:18   | Noticed a juggernaut
290029 | Zig:18   | Noticed a juggernaut
290029 | Zig:18   | Noticed a juggernaut
290029 | Zig:18   | Killed a juggernaut
290029 | Zig:18   | Killed a juggernaut
290029 | Zig:18   | Killed a juggernaut
290029 | Zig:18   | Killed a juggernaut
290029 | Zig:18   | Killed a juggernaut
290030 | Zig:18   | Killed a juggernaut
290030 | Zig:18   | Killed a juggernaut
290030 | Zig:18   | Killed a juggernaut
290031 | Zig:18   | Noticed a juggernaut
290031 | Zig:18   | Noticed a juggernaut
290031 | Zig:18   | Killed a juggernaut
290031 | Zig:18   | Killed a juggernaut
290032 | Zig:18   | Killed a juggernaut
290032 | Zig:18   | Killed a juggernaut
290032 | Zig:18   | Killed a juggernaut
290032 | Zig:18   | Killed a juggernaut
290033 | Zig:18   | Killed a juggernaut
290037 | Zig:18   | Killed a juggernaut
290039 | Zig:18   | Killed a juggernaut
290040 | Zig:18   | Killed a juggernaut
290207 | Zig:18   | Got a wavering jade ring
290209 | Zig:18   | Identified the ring of Higiddipot {rElec MP+9 Int+6} (You found it on level 18 of a ziggurat)
290237 | Zig:18   | Got a flickering bronze ring
290238 | Zig:18   | Identified the ring of the Sun {rF+ rN+ Int+3 Dex+5 Stlth-} (You found it on level 18 of a ziggurat)
290257 | Zig:18   | Got a crude steel ring
290259 | Zig:18   | Identified the cursed ring of the Harvest {MR+ MP+9 Str+3 Int-2} (You found it on level 18 of a ziggurat)
290266 | Zig:18   | Got a sparkling steel ring
290267 | Zig:18   | Identified the ring of Rybunlu {rCorr rF+} (You found it on level 18 of a ziggurat)
290350 | Zig:19   | Entered Level 19 of a ziggurat
290350 | Zig:19   | Noticed a juggernaut
290350 | Zig:19   | Noticed a juggernaut
290350 | Zig:19   | Noticed a juggernaut
290350 | Zig:19   | Noticed a juggernaut
290350 | Zig:19   | Noticed a juggernaut
290350 | Zig:19   | Noticed a juggernaut
290350 | Zig:19   | Noticed a juggernaut
290350 | Zig:19   | Noticed a juggernaut
290350 | Zig:19   | Noticed a juggernaut
290350 | Zig:19   | Noticed a juggernaut
290350 | Zig:19   | Noticed a juggernaut
290352 | Zig:19   | Noticed a juggernaut
290355 | Zig:19   | Noticed a juggernaut
290355 | Zig:19   | Noticed a juggernaut
290356 | Zig:19   | Killed a juggernaut
290356 | Zig:19   | Killed a juggernaut
290356 | Zig:19   | Killed a juggernaut
290356 | Zig:19   | Killed a juggernaut
290356 | Zig:19   | Killed a juggernaut
290356 | Zig:19   | Killed a juggernaut
290356 | Zig:19   | Killed a juggernaut
290356 | Zig:19   | Killed a juggernaut
290356 | Zig:19   | Killed a juggernaut
290356 | Zig:19   | Killed a juggernaut
290356 | Zig:19   | Killed a juggernaut
290356 | Zig:19   | Killed a juggernaut
290357 | Zig:19   | Noticed a juggernaut
290357 | Zig:19   | Noticed a juggernaut
290358 | Zig:19   | Noticed a juggernaut
290358 | Zig:19   | Noticed a juggernaut
290364 | Zig:19   | Noticed a juggernaut
290366 | Zig:19   | Noticed a juggernaut
290369 | Zig:19   | Killed a juggernaut
290369 | Zig:19   | Killed a juggernaut
290369 | Zig:19   | Killed a juggernaut
290369 | Zig:19   | Killed a juggernaut
290369 | Zig:19   | Killed a juggernaut
290369 | Zig:19   | Killed a juggernaut
290369 | Zig:19   | Killed a juggernaut
290369 | Zig:19   | Killed a juggernaut
290370 | Zig:19   | Noticed a juggernaut
290370 | Zig:19   | Noticed a juggernaut
290370 | Zig:19   | Noticed a juggernaut
290370 | Zig:19   | Noticed a juggernaut
290371 | Zig:19   | Noticed a juggernaut
290373 | Zig:19   | Noticed a juggernaut
290374 | Zig:19   | Noticed a juggernaut
290374 | Zig:19   | Noticed a juggernaut
290375 | Zig:19   | Noticed a juggernaut
290376 | Zig:19   | Noticed a juggernaut
290377 | Zig:19   | Noticed a juggernaut
290378 | Zig:19   | Noticed a juggernaut
290378 | Zig:19   | Killed a juggernaut
290378 | Zig:19   | Killed a juggernaut
290378 | Zig:19   | Killed a juggernaut
290378 | Zig:19   | Killed a juggernaut
290378 | Zig:19   | Killed a juggernaut
290378 | Zig:19   | Killed a juggernaut
290378 | Zig:19   | Killed a juggernaut
290378 | Zig:19   | Killed a juggernaut
290378 | Zig:19   | Killed a juggernaut
290378 | Zig:19   | Killed a juggernaut
290378 | Zig:19   | Killed a juggernaut
290378 | Zig:19   | Killed a juggernaut
290379 | Zig:19   | Noticed a juggernaut
290379 | Zig:19   | Noticed a juggernaut
290379 | Zig:19   | Noticed a juggernaut
290380 | Zig:19   | Noticed a juggernaut
290380 | Zig:19   | Noticed a juggernaut
290380 | Zig:19   | Noticed a juggernaut
290381 | Zig:19   | Noticed a juggernaut
290381 | Zig:19   | Noticed a juggernaut
290381 | Zig:19   | Noticed a juggernaut
290383 | Zig:19   | Noticed a juggernaut
290385 | Zig:19   | Noticed a juggernaut
290388 | Zig:19   | Noticed a juggernaut
290388 | Zig:19   | Noticed a juggernaut
290389 | Zig:19   | Killed a juggernaut
290389 | Zig:19   | Killed a juggernaut
290389 | Zig:19   | Killed a juggernaut
290389 | Zig:19   | Killed a juggernaut
290389 | Zig:19   | Killed a juggernaut
290389 | Zig:19   | Killed a juggernaut
290389 | Zig:19   | Killed a juggernaut
290389 | Zig:19   | Killed a juggernaut
290389 | Zig:19   | Killed a juggernaut
290389 | Zig:19   | Killed a juggernaut
290389 | Zig:19   | Killed a juggernaut
290389 | Zig:19   | Killed a juggernaut
290389 | Zig:19   | Killed a juggernaut
290390 | Zig:19   | Noticed a juggernaut
290390 | Zig:19   | Noticed a juggernaut
290390 | Zig:19   | Noticed a juggernaut
290400 | Zig:19   | Killed a juggernaut
290400 | Zig:19   | Killed a juggernaut
290400 | Zig:19   | Killed a juggernaut
290401 | Zig:19   | Noticed a juggernaut
290402 | Zig:19   | Noticed a juggernaut
290404 | Zig:19   | Noticed a juggernaut
290406 | Zig:19   | Noticed a juggernaut
290407 | Zig:19   | Noticed a juggernaut
290407 | Zig:19   | Noticed a juggernaut
290411 | Zig:19   | Noticed a juggernaut
290416 | Zig:19   | Noticed a juggernaut
290421 | Zig:19   | Noticed a juggernaut
290421 | Zig:19   | Noticed a juggernaut
290422 | Zig:19   | Noticed a juggernaut
290422 | Zig:19   | Killed a juggernaut
290423 | Zig:19   | Killed a juggernaut
290423 | Zig:19   | Killed a juggernaut
290423 | Zig:19   | Killed a juggernaut
290423 | Zig:19   | Killed a juggernaut
290423 | Zig:19   | Killed a juggernaut
290423 | Zig:19   | Killed a juggernaut
290423 | Zig:19   | Killed a juggernaut
290424 | Zig:19   | Noticed a juggernaut
290424 | Zig:19   | Noticed a juggernaut
290425 | Zig:19   | Noticed a juggernaut
290430 | Zig:19   | Killed a juggernaut
290435 | Zig:19   | Killed a juggernaut
290435 | Zig:19   | Killed a juggernaut
290435 | Zig:19   | Killed a juggernaut
290435 | Zig:19   | Killed a juggernaut
290435 | Zig:19   | Killed a juggernaut
290436 | Zig:19   | Noticed a juggernaut
290436 | Zig:19   | Noticed a juggernaut
290437 | Zig:19   | Noticed a juggernaut
290437 | Zig:19   | Noticed a juggernaut
290444 | Zig:19   | Killed a juggernaut
290444 | Zig:19   | Killed a juggernaut
290444 | Zig:19   | Killed a juggernaut
290444 | Zig:19   | Killed a juggernaut
290483 | Zig:19   | Got a scintillating silver ring
290485 | Zig:19   | Identified the ring "Dariem Xoik" {rPois rF+ Str-4 Stlth-} (You found it on level 19 of a ziggurat)
290499 | Zig:19   | Identified the Incunabulum of Earthen Displacement
290772 | Zig:20   | Entered Level 20 of a ziggurat
290834 | Zig:20   | Got a faintly glowing amber ring
290836 | Zig:20   | Identified the ring of the Tarantula {Fire Dex+4} (You found it on level 20 of a ziggurat)
290847 | Zig:20   | Got a slimy marble ring
290848 | Zig:20   | Identified the ring of Foevudgh {rPois MR+} (You found it on level 20 of a ziggurat)
290854 | Zig:20   | Got a crude jade ring
290855 | Zig:20   | Identified the ring of Cipup {rCorr +Blink Int+2 Stlth+} (You found it on level 20 of a ziggurat)
291004 | Zig:20   | Identified the Collected Works on Hurtful Sinister Arts
291051 | Zig:21   | Entered Level 21 of a ziggurat
291141 | Zig:21   | Got a clouded granite ring
291146 | Zig:21   | Identified the ring "Hienil" {MR+ Str+2 Int-5 Slay+2} (You found it on level 21 of a ziggurat)
291157 | Zig:21   | Identified the +2 pair of boots "Asewke Wiyba" {-Tele rF+ Dex+4 SInv} (You found it on level 21 of a ziggurat)
291329 | Zig:21   | Identified the Incunabulum of Quantum Hexes
291338 | Zig:22   | Entered Level 22 of a ziggurat
291581 | Zig:22   | Got a wavering granite ring
291583 | Zig:22   | Identified the ring "Soggyett" {+Fly rN+ Str+3 Slay-5} (You found it on level 22 of a ziggurat)
291594 | Zig:22   | Identified Lapsish's Volume of Conjuration
291606 | Zig:22   | Got a transparent tin ring
291607 | Zig:22   | Identified the ring "Icatwy" {Str+4 Int+2 Slay+5 Stlth-} (You found it on level 22 of a ziggurat)
291736 | Zig:23   | Entered Level 23 of a ziggurat
291810 | Zig:23   | Got a bound pewter ring
291812 | Zig:23   | Identified the ring of Tender Moments {rN++ Stlth+} (You found it on level 23 of a ziggurat)
292194 | Zig:24   | Entered Level 24 of a ziggurat
292393 | Zig:24   | Killed a starcursed mass
292560 | Zig:24   | Identified the Reference Book on Blistering Envenoming
292594 | Zig:24   | Got a scintillating wooden ring
292596 | Zig:24   | Identified the ring "Womaafuz" {rCorr rN+++ Int-4 Dex-2 Slay+6} (You found it on level 24 of a ziggurat)
292599 | Zig:24   | Identified the +2 cloak of Ixoss {rElec SInv} (You found it on level 24 of a ziggurat)
292696 | Zig:25   | Entered Level 25 of a ziggurat
292696 | Zig:25   | Noticed a juggernaut
292696 | Zig:25   | Noticed a juggernaut
292696 | Zig:25   | Noticed a juggernaut
292697 | Zig:25   | Noticed a juggernaut
292697 | Zig:25   | Noticed a juggernaut
292698 | Zig:25   | Noticed a juggernaut
292699 | Zig:25   | Noticed a juggernaut
292699 | Zig:25   | Noticed a juggernaut
292700 | Zig:25   | Noticed a juggernaut
292702 | Zig:25   | Noticed a juggernaut
292702 | Zig:25   | Noticed a juggernaut
292704 | Zig:25   | Noticed a juggernaut
292704 | Zig:25   | Noticed a juggernaut
292704 | Zig:25   | Noticed a juggernaut
292704 | Zig:25   | Noticed a juggernaut
292704 | Zig:25   | Killed a juggernaut
292704 | Zig:25   | Killed a juggernaut
292704 | Zig:25   | Killed a juggernaut
292704 | Zig:25   | Killed a juggernaut
292705 | Zig:25   | Noticed a juggernaut
292705 | Zig:25   | Noticed a juggernaut
292705 | Zig:25   | Noticed a juggernaut
292705 | Zig:25   | Noticed a juggernaut
292705 | Zig:25   | Killed a juggernaut
292705 | Zig:25   | Killed a juggernaut
292705 | Zig:25   | Killed a juggernaut
292705 | Zig:25   | Killed a juggernaut
292705 | Zig:25   | Killed a juggernaut
292705 | Zig:25   | Killed a juggernaut
292705 | Zig:25   | Killed a juggernaut
292706 | Zig:25   | Noticed a juggernaut
292706 | Zig:25   | Noticed a juggernaut
292706 | Zig:25   | Noticed a juggernaut
292706 | Zig:25   | Killed a juggernaut
292707 | Zig:25   | Noticed a juggernaut
292707 | Zig:25   | Noticed a juggernaut
292707 | Zig:25   | Noticed a juggernaut
292707 | Zig:25   | Killed a juggernaut
292707 | Zig:25   | Noticed a juggernaut
292707 | Zig:25   | Noticed a juggernaut
292707 | Zig:25   | Noticed a juggernaut
292707 | Zig:25   | Noticed a juggernaut
292707 | Zig:25   | Noticed a juggernaut
292709 | Zig:25   | Noticed a juggernaut
292710 | Zig:25   | Noticed a juggernaut
292710 | Zig:25   | Noticed a juggernaut
292712 | Zig:25   | Killed a juggernaut
292712 | Zig:25   | Killed a juggernaut
292712 | Zig:25   | Killed a juggernaut
292712 | Zig:25   | Killed a juggernaut
292712 | Zig:25   | Killed a juggernaut
292713 | Zig:25   | Noticed a juggernaut
292713 | Zig:25   | Killed a juggernaut
292713 | Zig:25   | Killed a juggernaut
292713 | Zig:25   | Killed a juggernaut
292713 | Zig:25   | Killed a juggernaut
292713 | Zig:25   | Killed a juggernaut
292713 | Zig:25   | Killed a juggernaut
292713 | Zig:25   | Killed a juggernaut
292713 | Zig:25   | Killed a juggernaut
292713 | Zig:25   | Killed a juggernaut
292713 | Zig:25   | Killed a juggernaut
292713 | Zig:25   | Killed a juggernaut
292713 | Zig:25   | Killed a juggernaut
292713 | Zig:25   | Killed a juggernaut
292713 | Zig:25   | Killed a juggernaut
292714 | Zig:25   | Noticed a juggernaut
292714 | Zig:25   | Noticed a juggernaut
292714 | Zig:25   | Noticed a juggernaut
292714 | Zig:25   | Noticed a juggernaut
292714 | Zig:25   | Noticed a juggernaut
292714 | Zig:25   | Noticed a juggernaut
292714 | Zig:25   | Killed a juggernaut
292715 | Zig:25   | Noticed a juggernaut
292715 | Zig:25   | Noticed a juggernaut
292715 | Zig:25   | Noticed a juggernaut
292715 | Zig:25   | Noticed a juggernaut
292715 | Zig:25   | Noticed a juggernaut
292715 | Zig:25   | Noticed a juggernaut
292715 | Zig:25   | Noticed a juggernaut
292715 | Zig:25   | Noticed a juggernaut
292716 | Zig:25   | Noticed a juggernaut
292716 | Zig:25   | Noticed a juggernaut
292716 | Zig:25   | Noticed a juggernaut
292716 | Zig:25   | Noticed a juggernaut
292717 | Zig:25   | Killed a juggernaut
292717 | Zig:25   | Killed a juggernaut
292717 | Zig:25   | Killed a juggernaut
292717 | Zig:25   | Killed a juggernaut
292717 | Zig:25   | Killed a juggernaut
292717 | Zig:25   | Killed a juggernaut
292718 | Zig:25   | Noticed a juggernaut
292718 | Zig:25   | Noticed a juggernaut
292718 | Zig:25   | Noticed a juggernaut
292718 | Zig:25   | Noticed a juggernaut
292718 | Zig:25   | Noticed a juggernaut
292718 | Zig:25   | Killed a juggernaut
292718 | Zig:25   | Killed a juggernaut
292718 | Zig:25   | Killed a juggernaut
292718 | Zig:25   | Killed a juggernaut
292718 | Zig:25   | Killed a juggernaut
292718 | Zig:25   | Killed a juggernaut
292718 | Zig:25   | Killed a juggernaut
292718 | Zig:25   | Killed a juggernaut
292718 | Zig:25   | Killed a juggernaut
292718 | Zig:25   | Killed a juggernaut
292719 | Zig:25   | Noticed a juggernaut
292719 | Zig:25   | Noticed a juggernaut
292719 | Zig:25   | Noticed a juggernaut
292719 | Zig:25   | Noticed a juggernaut
292719 | Zig:25   | Noticed a juggernaut
292719 | Zig:25   | Noticed a juggernaut
292720 | Zig:25   | Noticed a juggernaut
292720 | Zig:25   | Noticed a juggernaut
292720 | Zig:25   | Noticed a juggernaut
292720 | Zig:25   | Noticed a juggernaut
292721 | Zig:25   | Noticed a juggernaut
292721 | Zig:25   | Noticed a juggernaut
292722 | Zig:25   | Noticed a juggernaut
292723 | Zig:25   | Noticed a juggernaut
292724 | Zig:25   | Noticed a juggernaut
292725 | Zig:25   | Noticed a juggernaut
292725 | Zig:25   | Noticed a juggernaut
292725 | Zig:25   | Noticed a juggernaut
292728 | Zig:25   | Noticed a juggernaut
292729 | Zig:25   | Killed a juggernaut
292729 | Zig:25   | Killed a juggernaut
292729 | Zig:25   | Killed a juggernaut
292729 | Zig:25   | Killed a juggernaut
292729 | Zig:25   | Killed a juggernaut
292729 | Zig:25   | Killed a juggernaut
292729 | Zig:25   | Killed a juggernaut
292729 | Zig:25   | Killed a juggernaut
292729 | Zig:25   | Killed a juggernaut
292729 | Zig:25   | Killed a juggernaut
292729 | Zig:25   | Killed a juggernaut
292729 | Zig:25   | Killed a juggernaut
292729 | Zig:25   | Killed a juggernaut
292729 | Zig:25   | Killed a juggernaut
292729 | Zig:25   | Killed a juggernaut
292729 | Zig:25   | Killed a juggernaut
292729 | Zig:25   | Killed a juggernaut
292729 | Zig:25   | Killed a juggernaut
292729 | Zig:25   | Killed a juggernaut
292729 | Zig:25   | Killed a juggernaut
292729 | Zig:25   | Killed a juggernaut
292729 | Zig:25   | Killed a juggernaut
292729 | Zig:25   | Killed a juggernaut
292729 | Zig:25   | Killed a juggernaut
292729 | Zig:25   | Killed a juggernaut
292730 | Zig:25   | Noticed a juggernaut
292730 | Zig:25   | Noticed a juggernaut
292730 | Zig:25   | Noticed a juggernaut
292730 | Zig:25   | Noticed a juggernaut
292731 | Zig:25   | Noticed a juggernaut
292731 | Zig:25   | Noticed a juggernaut
292732 | Zig:25   | Noticed a juggernaut
292732 | Zig:25   | Noticed a juggernaut
292732 | Zig:25   | Noticed a juggernaut
292733 | Zig:25   | Noticed a juggernaut
292734 | Zig:25   | Noticed a juggernaut
292735 | Zig:25   | Noticed a juggernaut
292736 | Zig:25   | Noticed a juggernaut
292737 | Zig:25   | Noticed a juggernaut
292737 | Zig:25   | Noticed a juggernaut
292737 | Zig:25   | Noticed a juggernaut
292740 | Zig:25   | Noticed a juggernaut
292742 | Zig:25   | Killed a juggernaut
292742 | Zig:25   | Killed a juggernaut
292742 | Zig:25   | Killed a juggernaut
292742 | Zig:25   | Killed a juggernaut
292742 | Zig:25   | Killed a juggernaut
292742 | Zig:25   | Killed a juggernaut
292742 | Zig:25   | Killed a juggernaut
292742 | Zig:25   | Killed a juggernaut
292742 | Zig:25   | Killed a juggernaut
292742 | Zig:25   | Killed a juggernaut
292742 | Zig:25   | Killed a juggernaut
292742 | Zig:25   | Killed a juggernaut
292742 | Zig:25   | Killed a juggernaut
292742 | Zig:25   | Killed a juggernaut
292742 | Zig:25   | Killed a juggernaut
292742 | Zig:25   | Killed a juggernaut
292742 | Zig:25   | Killed a juggernaut
292742 | Zig:25   | Killed a juggernaut
292742 | Zig:25   | Killed a juggernaut
292743 | Zig:25   | Noticed a juggernaut
292743 | Zig:25   | Noticed a juggernaut
292743 | Zig:25   | Noticed a juggernaut
292743 | Zig:25   | Noticed a juggernaut
292743 | Zig:25   | Noticed a juggernaut
292743 | Zig:25   | Noticed a juggernaut
292744 | Zig:25   | Noticed a juggernaut
292745 | Zig:25   | Noticed a juggernaut
292745 | Zig:25   | Noticed a juggernaut
292750 | Zig:25   | Killed a juggernaut
292750 | Zig:25   | Killed a juggernaut
292750 | Zig:25   | Killed a juggernaut
292750 | Zig:25   | Killed a juggernaut
292750 | Zig:25   | Killed a juggernaut
292750 | Zig:25   | Killed a juggernaut
292750 | Zig:25   | Killed a juggernaut
292750 | Zig:25   | Killed a juggernaut
292751 | Zig:25   | Noticed a juggernaut
292752 | Zig:25   | Noticed a juggernaut
292752 | Zig:25   | Noticed a juggernaut
292755 | Zig:25   | Noticed a juggernaut
292757 | Zig:25   | Killed a juggernaut
292761 | Zig:25   | Killed a juggernaut
292761 | Zig:25   | Killed a juggernaut
292761 | Zig:25   | Killed a juggernaut
292762 | Zig:25   | Noticed a juggernaut
292765 | Zig:25   | Noticed a juggernaut
292766 | Zig:25   | Noticed a juggernaut
292767 | Zig:25   | Killed a juggernaut
292767 | Zig:25   | Killed a juggernaut
292771 | Zig:25   | Noticed a juggernaut
292773 | Zig:25   | Noticed a juggernaut
292773 | Zig:25   | Killed a juggernaut
292773 | Zig:25   | Killed a juggernaut
292774 | Zig:25   | Noticed a juggernaut
292785 | Zig:25   | Noticed a juggernaut
292786 | Zig:25   | Killed a juggernaut
292786 | Zig:25   | Killed a juggernaut
292791 | Zig:25   | Killed a juggernaut
292802 | Zig:25   | Killed a juggernaut
292826 | Zig:25   | Got a warped jade ring
292828 | Zig:25   | Identified the ring "Pauweop" {+Fly AC+3 Dex+3} (You found it on level 25 of a ziggurat)
292846 | Zig:25   | Got a serpentine sapphire amulet
292847 | Zig:25   | Identified the amulet of Ariymes {Faith rF+ Str+4 Stlth-} (You found it on level 25 of a ziggurat)
292854 | Zig:25   | Got a scintillating pewter ring
292855 | Zig:25   | Identified the ring "Wiuq" {rC- Str+7 SInv} (You found it on level 25 of a ziggurat)
292865 | Zig:25   | Identified the +2 pair of gloves of Creativity {rCorr} (You found it on level 25 of a ziggurat)
292886 | Zig:25   | Identified the Compendium of the Helpful Volcanoes
292898 | Zig:25   | Got a transparent ivory ring
292899 | Zig:25   | Identified the ring of Haitsaoj {rPois EV+1 Int-2 Dex+7 Stlth-} (You found it on level 25 of a ziggurat)
293261 | Zig:26   | Entered Level 26 of a ziggurat
293629 | Zig:26   | Identified Hutist's Compendium of Snow and Toxins
293631 | Zig:26   | Got a bound gossamer ring
293633 | Zig:26   | Identified the cursed ring "Coischorph" {rC+ rN+ AC-2} (You found it on level 26 of a ziggurat)
293655 | Zig:26   | Identified the Incunabulum of the Bewitching Compass
293792 | Zig:26   | Identified the Handbook of Black Secrets and the Blaze
293814 | Zig:27   | Entered Level 27 of a ziggurat
294023 | Zig:27   | Got a flickering ivory ring
294025 | Zig:27   | Identified the ring of Pasidaug {*Drain rElec MR+ SInv Stlth+} (You found it on level 27 of a ziggurat)
294032 | Zig:27   | Got a vibrating sapphire amulet
294033 | Zig:27   | Identified the amulet "Enaboq" {rF+ Regen+ Dex+3} (You found it on level 27 of a ziggurat)
294035 | Zig:27   | Got a coiled bone ring
294036 | Zig:27   | Identified the ring "Moesaaxibri" {rElec rC++ MR+ Str+5} (You found it on level 27 of a ziggurat)
294049 | Zig:27   | Got an ancient glass ring
294050 | Zig:27   | Identified the ring "Pushivuf" {rPois Stlth+} (You found it on level 27 of a ziggurat)
294061 | Zig:27   | Identified Rafeat's Collected Works on Companions
294080 | Zig:27   | Got a steaming wooden ring
294081 | Zig:27   | Identified the ring of Orthodoxy {rPois rC+ MP+9 Dex+3 Stlth-} (You found it on level 27 of a ziggurat)
294085 | Zig:27   | Got a steaming tin amulet
294086 | Zig:27   | Identified the amulet of the Empire {Faith rC- rN+ MR++ Stlth+} (You found it on level 27 of a ziggurat)
294113 | Zig:27   | Got a shimmering ivory amulet
294114 | Zig:27   | Identified the amulet "Demieg" {Faith Int-5 Dex+4} (You found it on level 27 of a ziggurat)
294295 | Zig:27   | Identified Sif Muna's Almanac of the Compass and Self-Knowledge
294387 | Depths:2 | Identified the +2 pair of gloves "Cagopsic" {SInv} (You acquired it on level 2 of the Depths)
294388 | Depths:2 | Identified the +0 hat of Gavuolao {rN+ rCorr} (You acquired it on level 2 of the Depths)
294423 | Zig:1    | Entered Level 1 of a ziggurat
294480 | Zig:2    | Entered Level 2 of a ziggurat
294480 | Zig:2    | Noticed Xayfic the pandemonium lord
294480 | Zig:2    | Noticed Keevovem the pandemonium lord
294480 | Zig:2    | Noticed Docit the pandemonium lord
294480 | Zig:2    | Noticed Paipp the pandemonium lord
294480 | Zig:2    | Noticed Osotrev the pandemonium lord
294480 | Zig:2    | Noticed Latwuzei the pandemonium lord
294480 | Zig:2    | Noticed Ecavej the pandemonium lord
294480 | Zig:2    | Noticed Agaunweq the pandemonium lord
294480 | Zig:2    | Noticed Feohe the pandemonium lord
294480 | Zig:2    | Noticed Plog the pandemonium lord
294480 | Zig:2    | Noticed Eczizese the pandemonium lord
294480 | Zig:2    | Noticed Jooh the pandemonium lord
294480 | Zig:2    | Noticed Ruil the pandemonium lord
294480 | Zig:2    | Noticed Necoavov the pandemonium lord
294480 | Zig:2    | Noticed Ozesat the pandemonium lord
294480 | Zig:2    | Noticed Wusiqen the pandemonium lord
294485 | Zig:2    | Killed Necoavov the pandemonium lord
294486 | Zig:2    | Killed Keevovem the pandemonium lord
294486 | Zig:2    | Killed Ozesat the pandemonium lord
294486 | Zig:2    | Killed Eczizese the pandemonium lord
294487 | Zig:2    | Killed Paipp the pandemonium lord
294487 | Zig:2    | Killed Plog the pandemonium lord
294488 | Zig:2    | Killed Osotrev the pandemonium lord
294488 | Zig:2    | Killed Feohe the pandemonium lord
294488 | Zig:2    | Killed Agaunweq the pandemonium lord
294488 | Zig:2    | Killed Docit the pandemonium lord
294490 | Zig:2    | Killed Jooh the pandemonium lord
294490 | Zig:2    | Killed Latwuzei the pandemonium lord
294494 | Zig:2    | Killed Xayfic the pandemonium lord
294495 | Zig:2    | Killed Ruil the pandemonium lord
294496 | Zig:2    | Killed Ecavej the pandemonium lord
294496 | Zig:2    | Killed Wusiqen the pandemonium lord
294537 | Zig:3    | Entered Level 3 of a ziggurat
294550 | Zig:3    | Got a coiled bone ring
294552 | Zig:3    | Identified the ring "Nalephapp" {rCorr rC- Dex+8 SInv} (You found it on level 3 of a ziggurat)
294575 | Zig:4    | Entered Level 4 of a ziggurat
294654 | Zig:5    | Entered Level 5 of a ziggurat
294676 | Zig:5    | Identified the Papyrus of the Creative Arsonist
294806 | Zig:6    | Entered Level 6 of a ziggurat
294900 | Zig:7    | Entered Level 7 of a ziggurat
294917 | Zig:7    | Noticed Kiunats the pandemonium lord
294945 | Zig:7    | Killed Kiunats the pandemonium lord
295080 | Zig:8    | Entered Level 8 of a ziggurat
295138 | Zig:8    | Identified the +7 large shield of Thank Me Later {rPois} (You found it on level 8 of a ziggurat)
295361 | Zig:9    | Entered Level 9 of a ziggurat
295361 | Zig:9    | Noticed a greater mummy
295361 | Zig:9    | Noticed a greater mummy
295361 | Zig:9    | Noticed a greater mummy
295361 | Zig:9    | Noticed a greater mummy
295361 | Zig:9    | Noticed a greater mummy
295361 | Zig:9    | Noticed a greater mummy
295361 | Zig:9    | Noticed a greater mummy
295361 | Zig:9    | Noticed a greater mummy
295361 | Zig:9    | Noticed a greater mummy
295363 | Zig:9    | Noticed a greater mummy
295363 | Zig:9    | Noticed a greater mummy
295363 | Zig:9    | Noticed a greater mummy
295363 | Zig:9    | Noticed a greater mummy
295363 | Zig:9    | Noticed a greater mummy
295363 | Zig:9    | Noticed a greater mummy
295364 | Zig:9    | Killed a greater mummy
295364 | Zig:9    | Killed a greater mummy
295364 | Zig:9    | Killed a greater mummy
295364 | Zig:9    | Killed a greater mummy
295364 | Zig:9    | Killed a greater mummy
295365 | Zig:9    | Noticed a greater mummy
295365 | Zig:9    | Noticed a greater mummy
295365 | Zig:9    | Noticed a greater mummy
295365 | Zig:9    | Noticed a greater mummy
295366 | Zig:9    | Noticed a greater mummy
295366 | Zig:9    | Noticed a greater mummy
295368 | Zig:9    | Killed a greater mummy
295368 | Zig:9    | Killed a greater mummy
295368 | Zig:9    | Killed a greater mummy
295368 | Zig:9    | Killed a greater mummy
295368 | Zig:9    | Killed a greater mummy
295368 | Zig:9    | Killed a greater mummy
295368 | Zig:9    | Killed a greater mummy
295369 | Zig:9    | Noticed a greater mummy
295369 | Zig:9    | Noticed a greater mummy
295369 | Zig:9    | Killed a greater mummy
295369 | Zig:9    | Killed a greater mummy
295370 | Zig:9    | Noticed a greater mummy
295370 | Zig:9    | Killed a greater mummy
295370 | Zig:9    | Killed a greater mummy
295370 | Zig:9    | Killed a greater mummy
295370 | Zig:9    | Killed a greater mummy
295370 | Zig:9    | Killed a greater mummy
295371 | Zig:9    | Noticed a greater mummy
295371 | Zig:9    | Noticed a greater mummy
295371 | Zig:9    | Noticed a greater mummy
295371 | Zig:9    | Noticed a greater mummy
295371 | Zig:9    | Noticed a greater mummy
295371 | Zig:9    | Killed a greater mummy
295371 | Zig:9    | Killed a greater mummy
295372 | Zig:9    | Noticed an ancient lich
295373 | Zig:9    | Noticed a greater mummy
295373 | Zig:9    | Noticed a greater mummy
295376 | Zig:9    | Killed a greater mummy
295376 | Zig:9    | Killed a greater mummy
295376 | Zig:9    | Killed a greater mummy
295376 | Zig:9    | Killed a greater mummy
295380 | Zig:9    | Killed an ancient lich
295380 | Zig:9    | Killed a greater mummy
295380 | Zig:9    | Killed a greater mummy
295380 | Zig:9    | Killed a greater mummy
295380 | Zig:9    | Killed a greater mummy
295380 | Zig:9    | Killed a greater mummy
295381 | Zig:9    | Killed a greater mummy
295412 | Zig:9    | Identified the Incunabulum of Hurtful Ice
295437 | Zig:9    | Identified the +2 cloak of Summertime {+Blink} (You found it on level 9 of a ziggurat)
295461 | Zig:10   | Entered Level 10 of a ziggurat
295488 | Zig:10   | Identified the +3 eveningstar of Indomitability {freeze, +Inv rN+ Str-5 Dex+4} (You found it on level 10 of a ziggurat)
295492 | Zig:10   | Got a twitching platinum amulet
295493 | Zig:10   | Identified the amulet of the Many Cities {Faith Str+2} (You found it on level 10 of a ziggurat)
295504 | Zig:10   | Got a flickering bronze amulet
295505 | Zig:10   | Identified the amulet "Uttaaf" {Faith rC+ MR- Dex+4 Slay+5} (You found it on level 10 of a ziggurat)
295648 | Zig:10   | Identified the cursed +3 broad axe of the Countless Souls {vamp, rF+} (You found it on level 10 of a ziggurat)
295655 | Zig:11   | Entered Level 11 of a ziggurat
295655 | Zig:11   | Noticed a juggernaut
295655 | Zig:11   | Noticed a juggernaut
295655 | Zig:11   | Noticed a juggernaut
295655 | Zig:11   | Noticed a juggernaut
295655 | Zig:11   | Noticed a juggernaut
295655 | Zig:11   | Noticed a juggernaut
295658 | Zig:11   | Noticed a juggernaut
295658 | Zig:11   | Noticed a juggernaut
295660 | Zig:11   | Noticed a juggernaut
295662 | Zig:11   | Noticed a juggernaut
295664 | Zig:11   | Killed a juggernaut
295664 | Zig:11   | Killed a juggernaut
295664 | Zig:11   | Killed a juggernaut
295664 | Zig:11   | Killed a juggernaut
295664 | Zig:11   | Killed a juggernaut
295664 | Zig:11   | Killed a juggernaut
295664 | Zig:11   | Killed a juggernaut
295665 | Zig:11   | Noticed a juggernaut
295665 | Zig:11   | Noticed a juggernaut
295666 | Zig:11   | Noticed a juggernaut
295666 | Zig:11   | Noticed a juggernaut
295668 | Zig:11   | Noticed a juggernaut
295670 | Zig:11   | Noticed a juggernaut
295672 | Zig:11   | Noticed a juggernaut
295676 | Zig:11   | Killed a juggernaut
295676 | Zig:11   | Killed a juggernaut
295676 | Zig:11   | Killed a juggernaut
295676 | Zig:11   | Killed a juggernaut
295676 | Zig:11   | Killed a juggernaut
295676 | Zig:11   | Killed a juggernaut
295676 | Zig:11   | Killed a juggernaut
295676 | Zig:11   | Killed a juggernaut
295676 | Zig:11   | Killed a juggernaut
295676 | Zig:11   | Killed a juggernaut
295677 | Zig:11   | Noticed a juggernaut
295677 | Zig:11   | Noticed a juggernaut
295677 | Zig:11   | Noticed a juggernaut
295677 | Zig:11   | Noticed a juggernaut
295677 | Zig:11   | Noticed a juggernaut
295678 | Zig:11   | Noticed a juggernaut
295678 | Zig:11   | Noticed a juggernaut
295678 | Zig:11   | Noticed a juggernaut
295679 | Zig:11   | Noticed a juggernaut
295681 | Zig:11   | Noticed a juggernaut
295684 | Zig:11   | Noticed a juggernaut
295684 | Zig:11   | Killed a juggernaut
295684 | Zig:11   | Killed a juggernaut
295684 | Zig:11   | Killed a juggernaut
295684 | Zig:11   | Killed a juggernaut
295684 | Zig:11   | Killed a juggernaut
295684 | Zig:11   | Killed a juggernaut
295684 | Zig:11   | Killed a juggernaut
295684 | Zig:11   | Killed a juggernaut
295684 | Zig:11   | Killed a juggernaut
295685 | Zig:11   | Noticed a juggernaut
295690 | Zig:11   | Noticed a juggernaut
295690 | Zig:11   | Noticed a juggernaut
295697 | Zig:11   | Killed a juggernaut
295697 | Zig:11   | Killed a juggernaut
295697 | Zig:11   | Killed a juggernaut
295697 | Zig:11   | Killed a juggernaut
295697 | Zig:11   | Killed a juggernaut
295712 | Zig:11   | Got a fine jade ring
295714 | Zig:11   | Identified the ring "Efiuk" {rElec MP+9 Dex+4} (You found it on level 11 of a ziggurat)
295724 | Zig:11   | Identified the Collected Works on Lethal Snow
295745 | Zig:11   | Got a brightly glowing ivory ring
295746 | Zig:11   | Identified the ring "Lioshol" {rC+ rN+ Str-3 Stlth+} (You found it on level 11 of a ziggurat)
295752 | Zig:11   | Identified Urhojot's Grimoire of Beguiling and Self-Knowledge
295763 | Zig:11   | Identified the Guide on the Blaze and Feathers
295910 | Zig:12   | Entered Level 12 of a ziggurat
296024 | Zig:12   | Got an ancient turquoise ring
296026 | Zig:12   | Identified the ring of the Cast Vote {Fire Stlth+} (You found it on level 12 of a ziggurat)
296166 | Zig:13   | Entered Level 13 of a ziggurat
296355 | Zig:14   | Entered Level 14 of a ziggurat
296400 | Zig:14   | Got a glittering golden ring
296402 | Zig:14   | Identified the ring of the Rabble {rElec rF+ rC- Str-5 Stlth+} (You found it on level 14 of a ziggurat)
296419 | Zig:14   | Got a slimy brass ring
296420 | Zig:14   | Identified the ring "Kerghaof" {+Inv rF+ Int+2} (You found it on level 14 of a ziggurat)
296501 | Zig:14   | Got a steaming glass ring
296502 | Zig:14   | Identified the ring of Bessuike {+Inv Str+3 Int+3 Dex+2} (You found it on level 14 of a ziggurat)
296504 | Zig:14   | Identified the +2 cloak of Mental Paralysis {rN+} (You found it on level 14 of a ziggurat)
296506 | Zig:14   | Identified the Papyrus of Gliding Conjuration
296555 | Zig:14   | Identified the +3 broad axe of the Wilderness {chop, rPois rC- Int+7 Dex-2} (You found it on level 14 of a ziggurat)
296590 | Zig:15   | Entered Level 15 of a ziggurat
296631 | Zig:15   | Identified the +1 pair of gloves of Darkness {-Tele +Fly rElec rF- Dex+8} (You found it on level 15 of a ziggurat)
296726 | Zig:15   | Got a vibrating pewter ring
296728 | Zig:15   | Identified the ring "Loess" {Fire *Drain rElec Dex+7 SInv} (You found it on level 15 of a ziggurat)
296771 | Zig:15   | Identified the +8 broad axe "Rethirie" {elec, rPois MR- Str+7 SInv} (You found it on level 15 of a ziggurat)
296776 | Zig:15   | Identified First Steps in Spellcraft
296852 | Zig:16   | Entered Level 16 of a ziggurat
296852 | Zig:16   | Noticed Xiduq the pandemonium lord
296852 | Zig:16   | Noticed Yduivu the pandemonium lord
296852 | Zig:16   | Noticed Ykiaxofoo the pandemonium lord
296852 | Zig:16   | Noticed Deoq the pandemonium lord
296852 | Zig:16   | Noticed Sissutoo the pandemonium lord
296852 | Zig:16   | Noticed Sobbiup the pandemonium lord
296852 | Zig:16   | Noticed Beanuth the pandemonium lord
296852 | Zig:16   | Noticed Duoqopla the pandemonium lord
296852 | Zig:16   | Noticed Pyog the pandemonium lord
296852 | Zig:16   | Noticed Porih the pandemonium lord
296852 | Zig:16   | Noticed Lynlew the pandemonium lord
296852 | Zig:16   | Noticed Maso the pandemonium lord
296852 | Zig:16   | Noticed Diugaom the pandemonium lord
296852 | Zig:16   | Noticed Ikhlaot the pandemonium lord
296852 | Zig:16   | Noticed Enaddiac the pandemonium lord
296852 | Zig:16   | Noticed Fots the pandemonium lord
296852 | Zig:16   | Noticed Edoelo the pandemonium lord
296852 | Zig:16   | Noticed Majuzaump the pandemonium lord
296852 | Zig:16   | Noticed Apeigaco the pandemonium lord
296852 | Zig:16   | Noticed Qoanacw the pandemonium lord
296852 | Zig:16   | Noticed Vub Pygegut the pandemonium lord
296852 | Zig:16   | Noticed Meli Jet the pandemonium lord
296852 | Zig:16   | Noticed Dammolod the pandemonium lord
296852 | Zig:16   | Noticed Texam the pandemonium lord
296852 | Zig:16   | Noticed Fozuynid the pandemonium lord
296852 | Zig:16   | Noticed Meakeokk the pandemonium lord
296852 | Zig:16   | Noticed Utugeceg the pandemonium lord
296852 | Zig:16   | Noticed Rog Vugh the pandemonium lord
296852 | Zig:16   | Noticed Fuani the pandemonium lord
296852 | Zig:16   | Noticed Vaseduehuph the pandemonium lord
296852 | Zig:16   | Noticed Riufois the pandemonium lord
296852 | Zig:16   | Noticed Wuodiyxy the pandemonium lord
296852 | Zig:16   | Noticed Deregg the pandemonium lord
296852 | Zig:16   | Noticed Wemimnif the pandemonium lord
296852 | Zig:16   | Noticed Huachyud the pandemonium lord
296852 | Zig:16   | Noticed Uluxt the pandemonium lord
296852 | Zig:16   | Noticed Dydgh the pandemonium lord
296854 | Zig:16   | Noticed Zyshreq the pandemonium lord
296855 | Zig:16   | Noticed Gesoc the pandemonium lord
296856 | Zig:16   | Noticed Cuzyegag the pandemonium lord
296857 | Zig:16   | Noticed Buepn the pandemonium lord
296857 | Zig:16   | Noticed Horub the pandemonium lord
296857 | Zig:16   | Killed Qoanacw the pandemonium lord
296857 | Zig:16   | Killed Fozuynid the pandemonium lord
296858 | Zig:16   | Noticed Gourinaof the pandemonium lord
296858 | Zig:16   | Noticed Ofuffugo the pandemonium lord
296858 | Zig:16   | Killed Ikhlaot the pandemonium lord
296858 | Zig:16   | Killed Huachyud the pandemonium lord
296858 | Zig:16   | Killed Meakeokk the pandemonium lord
296859 | Zig:16   | Killed Wuodiyxy the pandemonium lord
296859 | Zig:16   | Killed Texam the pandemonium lord
296859 | Zig:16   | Killed Vub Pygegut the pandemonium lord
296859 | Zig:16   | Killed Deregg the pandemonium lord
296859 | Zig:16   | Killed Edoelo the pandemonium lord
296859 | Zig:16   | Killed Wemimnif the pandemonium lord
296859 | Zig:16   | Killed Fuani the pandemonium lord
296860 | Zig:16   | Noticed Fuaxolip the pandemonium lord
296860 | Zig:16   | Noticed Dinn the pandemonium lord
296860 | Zig:16   | Noticed Xeatzew the pandemonium lord
296860 | Zig:16   | Noticed Ymilua the pandemonium lord
296860 | Zig:16   | Killed Dydgh the pandemonium lord
296861 | Zig:16   | Noticed Woulov the pandemonium lord
296861 | Zig:16   | Killed Uluxt the pandemonium lord
296862 | Zig:16   | Noticed Maecout the pandemonium lord
296863 | Zig:16   | Noticed Cetyj the pandemonium lord
296863 | Zig:16   | Killed Dammolod the pandemonium lord
296863 | Zig:16   | Killed Apeigaco the pandemonium lord
296863 | Zig:16   | Killed Zyshreq the pandemonium lord
296863 | Zig:16   | Killed Fots the pandemonium lord
296864 | Zig:16   | Noticed Atullof the pandemonium lord
296864 | Zig:16   | Noticed Ytouph the pandemonium lord
296864 | Zig:16   | Noticed Gamawoxt the pandemonium lord
296865 | Zig:16   | Noticed Ramor the pandemonium lord
296865 | Zig:16   | Noticed Diosuij the pandemonium lord
296866 | Zig:16   | Noticed Enypyov the pandemonium lord
296868 | Zig:16   | Noticed Yhanosso the pandemonium lord
296868 | Zig:16   | Killed Buepn the pandemonium lord
296868 | Zig:16   | Killed Ilankyvi the pandemonium lord
296868 | Zig:16   | Killed Vaseduehuph the pandemonium lord
296868 | Zig:16   | Killed Xiduq the pandemonium lord
296868 | Zig:16   | Killed Majuzaump the pandemonium lord
296868 | Zig:16   | Killed Horub the pandemonium lord
296870 | Zig:16   | Killed Gamawoxt the pandemonium lord
296870 | Zig:16   | Killed Gesoc the pandemonium lord
296870 | Zig:16   | Killed Beanuth the pandemonium lord
296871 | Zig:16   | Noticed Jawousin the pandemonium lord
296871 | Zig:16   | Killed Lynlew the pandemonium lord
296871 | Zig:16   | Killed Porih the pandemonium lord
296871 | Zig:16   | Killed Ymilua the pandemonium lord
296871 | Zig:16   | Killed Fuaxolip the pandemonium lord
296871 | Zig:16   | Killed Enaddiac the pandemonium lord
296871 | Zig:16   | Killed Utugeceg the pandemonium lord
296871 | Zig:16   | Killed Gourinaof the pandemonium lord
296871 | Zig:16   | Killed Yduivu the pandemonium lord
296872 | Zig:16   | Killed Ramor the pandemonium lord
296873 | Zig:16   | Noticed Nelomulu the pandemonium lord
296874 | Zig:16   | Noticed Muexeyjo the pandemonium lord
296875 | Zig:16   | Killed Utathaf the pandemonium lord
296875 | Zig:16   | Killed Yxigyigh the pandemonium lord
296875 | Zig:16   | Killed Woulov the pandemonium lord
296876 | Zig:16   | Noticed Olaufyejid the pandemonium lord
296876 | Zig:16   | Killed Riufois the pandemonium lord
296877 | Zig:16   | Noticed Umedaaps the pandemonium lord
296877 | Zig:16   | Noticed Biddiburr the pandemonium lord
296877 | Zig:16   | Noticed Osaohad the pandemonium lord
296877 | Zig:16   | Killed Duoqopla the pandemonium lord
296877 | Zig:16   | Killed Sobbiup the pandemonium lord
296877 | Zig:16   | Killed Xeatzew the pandemonium lord
296877 | Zig:16   | Killed Atullof the pandemonium lord
296877 | Zig:16   | Killed Diugaom the pandemonium lord
296878 | Zig:16   | Noticed Saullerr the pandemonium lord
296879 | Zig:16   | Noticed Gusauxat the pandemonium lord
296879 | Zig:16   | Noticed Zafy the pandemonium lord
296879 | Zig:16   | Killed Ykiaxofoo the pandemonium lord
296879 | Zig:16   | Killed Cuzyegag the pandemonium lord
296880 | Zig:16   | Noticed Magull the pandemonium lord
296880 | Zig:16   | Killed Rog Vugh the pandemonium lord
296880 | Zig:16   | Killed Cetyj the pandemonium lord
296880 | Zig:16   | Killed Jawousin the pandemonium lord
296880 | Zig:16   | Killed Meli Jet the pandemonium lord
296880 | Zig:16   | Killed Muexeyjo the pandemonium lord
296880 | Zig:16   | Killed Maecout the pandemonium lord
296881 | Zig:16   | Noticed Kigelist the pandemonium lord
296881 | Zig:16   | Noticed Gyjeesch the pandemonium lord
296881 | Zig:16   | Noticed Onob the pandemonium lord
296881 | Zig:16   | Killed Biddiburr the pandemonium lord
296882 | Zig:16   | Noticed Utowi Jui the pandemonium lord
296882 | Zig:16   | Noticed Puulyr the pandemonium lord
296883 | Zig:16   | Noticed Naewkety the pandemonium lord
296883 | Zig:16   | Noticed Aneat the pandemonium lord
296884 | Zig:16   | Noticed Seego Raph the pandemonium lord
296884 | Zig:16   | Noticed Xeujead the pandemonium lord
296886 | Zig:16   | Noticed Tefaash the pandemonium lord
296886 | Zig:16   | Killed Olaufyejid the pandemonium lord
296886 | Zig:16   | Killed Zafy the pandemonium lord
296886 | Zig:16   | Killed Deoq the pandemonium lord
296886 | Zig:16   | Killed Seego Raph the pandemonium lord
296887 | Zig:16   | Noticed Vamonte the pandemonium lord
296887 | Zig:16   | Noticed Qisarridgh the pandemonium lord
296887 | Zig:16   | Noticed Zenadoed the pandemonium lord
296887 | Zig:16   | Killed Enypyov the pandemonium lord
296887 | Zig:16   | Killed Naewkety the pandemonium lord
296887 | Zig:16   | Killed Utowi Jui the pandemonium lord
296887 | Zig:16   | Killed Nelomulu the pandemonium lord
296888 | Zig:16   | Noticed Jiapehai the pandemonium lord
296889 | Zig:16   | Noticed Moic the pandemonium lord
296889 | Zig:16   | Killed Puulyr the pandemonium lord
296889 | Zig:16   | Killed Aneat the pandemonium lord
296889 | Zig:16   | Killed Osaohad the pandemonium lord
296889 | Zig:16   | Killed Onob the pandemonium lord
296889 | Zig:16   | Killed Qisarridgh the pandemonium lord
296889 | Zig:16   | Killed Ofuffugo the pandemonium lord
296889 | Zig:16   | Killed Gyjeesch the pandemonium lord
296890 | Zig:16   | Noticed Ylikhlyr the pandemonium lord
296891 | Zig:16   | Noticed Izainweg the pandemonium lord
296892 | Zig:16   | Noticed Zatow the pandemonium lord
296892 | Zig:16   | Killed Moic the pandemonium lord
296892 | Zig:16   | Killed Saullerr the pandemonium lord
296892 | Zig:16   | Killed Tuggimoh the pandemonium lord
296892 | Zig:16   | Killed Dinn the pandemonium lord
296892 | Zig:16   | Killed Umedaaps the pandemonium lord
296894 | Zig:16   | Noticed Cal Zuick the pandemonium lord
296894 | Zig:16   | Noticed Tashri the pandemonium lord
296895 | Zig:16   | Noticed Xahuv the pandemonium lord
296897 | Zig:16   | Noticed Qullej the pandemonium lord
296897 | Zig:16   | Noticed Mebec the pandemonium lord
296897 | Zig:16   | Noticed Ashrue the pandemonium lord
296897 | Zig:16   | Killed Kigelist the pandemonium lord
296898 | Zig:16   | Noticed Gusox the pandemonium lord
296898 | Zig:16   | Noticed Ocimius the pandemonium lord
296899 | Zig:16   | Noticed Rigeg the pandemonium lord
296899 | Zig:16   | Noticed Qemed the pandemonium lord
296901 | Zig:16   | Noticed Jodumm the pandemonium lord
296901 | Zig:16   | Noticed Nyallag the pandemonium lord
296901 | Zig:16   | Killed Ytouph the pandemonium lord
296901 | Zig:16   | Killed Izainweg the pandemonium lord
296902 | Zig:16   | Noticed Nogouf the pandemonium lord
296902 | Zig:16   | Killed Zenadoed the pandemonium lord
296902 | Zig:16   | Killed Magull the pandemonium lord
296902 | Zig:16   | Killed Jiapehai the pandemonium lord
296902 | Zig:16   | Killed Tefaash the pandemonium lord
296902 | Zig:16   | Killed Ylikhlyr the pandemonium lord
296902 | Zig:16   | Killed Zatow the pandemonium lord
296902 | Zig:16   | Killed Diosuij the pandemonium lord
296902 | Zig:16   | Killed Yhanosso the pandemonium lord
296902 | Zig:16   | Killed Ashrue the pandemonium lord
296903 | Zig:16   | Noticed Visy the pandemonium lord
296903 | Zig:16   | Killed Sissutoo the pandemonium lord
296903 | Zig:16   | Killed Tashri the pandemonium lord
296904 | Zig:16   | Killed Jodumm the pandemonium lord
296904 | Zig:16   | Killed Rigeg the pandemonium lord
296904 | Zig:16   | Killed Nyallag the pandemonium lord
296904 | Zig:16   | Killed Mebec the pandemonium lord
296905 | Zig:16   | Noticed Tuidghoerr the pandemonium lord
296905 | Zig:16   | Noticed Bauxien the pandemonium lord
296906 | Zig:16   | Noticed Miockeid the pandemonium lord
296906 | Zig:16   | Noticed Litis the pandemonium lord
296906 | Zig:16   | Noticed Birchev the pandemonium lord
296906 | Zig:16   | Noticed Ohim the pandemonium lord
296906 | Zig:16   | Noticed Wuduociz the pandemonium lord
296907 | Zig:16   | Killed Cal Zuick the pandemonium lord
296907 | Zig:16   | Killed Xahuv the pandemonium lord
296907 | Zig:16   | Killed Gusauxat the pandemonium lord
296907 | Zig:16   | Killed Birchev the pandemonium lord
296907 | Zig:16   | Killed Bauxien the pandemonium lord
296907 | Zig:16   | Killed Visy the pandemonium lord
296908 | Zig:16   | Noticed Uptiat the pandemonium lord
296908 | Zig:16   | Noticed Rumozom the pandemonium lord
296908 | Zig:16   | Noticed Vyfref the pandemonium lord
296908 | Zig:16   | Noticed Zattoppaaku the pandemonium lord
296909 | Zig:16   | Noticed Jetuank the pandemonium lord
296909 | Zig:16   | Noticed Ducs the pandemonium lord
296909 | Zig:16   | Noticed Kontyaf the pandemonium lord
296910 | Zig:16   | Noticed Xodir the pandemonium lord
296910 | Zig:16   | Noticed Arer the pandemonium lord
296910 | Zig:16   | Noticed Dixatowi the pandemonium lord
296910 | Zig:16   | Killed Rumozom the pandemonium lord
296910 | Zig:16   | Killed Vakhleuk the pandemonium lord
296910 | Zig:16   | Killed Qullej the pandemonium lord
296910 | Zig:16   | Killed Vamonte the pandemonium lord
296910 | Zig:16   | Killed Nogouf the pandemonium lord
296910 | Zig:16   | Killed Wuduociz the pandemonium lord
296910 | Zig:16   | Killed Litis the pandemonium lord
296911 | Zig:16   | Noticed Haolifihewn the pandemonium lord
296912 | Zig:16   | Noticed Coowiad the pandemonium lord
296914 | Zig:16   | Noticed Hurud the pandemonium lord
296915 | Zig:16   | Noticed Gaifibojer the pandemonium lord
296915 | Zig:16   | Noticed Etahezenn the pandemonium lord
296916 | Zig:16   | Noticed Meawi the pandemonium lord
296916 | Zig:16   | Killed Maso the pandemonium lord
296918 | Zig:16   | Noticed Zened the pandemonium lord
296918 | Zig:16   | Noticed Rieleyni the pandemonium lord
296918 | Zig:16   | Noticed Nylapusch the pandemonium lord
296919 | Zig:16   | Killed Ohim the pandemonium lord
296920 | Zig:16   | Noticed Bexkaopyth the pandemonium lord
296921 | Zig:16   | Killed Qemed the pandemonium lord
296922 | Zig:16   | Noticed Lunnof the pandemonium lord
296923 | Zig:16   | Noticed Fooriy the pandemonium lord
296923 | Zig:16   | Noticed Qifuar the pandemonium lord
296925 | Zig:16   | Noticed Necechylo the pandemonium lord
296925 | Zig:16   | Killed Tuidghoerr the pandemonium lord
296926 | Zig:16   | Killed Haolifihewn the pandemonium lord
296926 | Zig:16   | Killed Dixatowi the pandemonium lord
296927 | Zig:16   | Noticed Inueptibb the pandemonium lord
296927 | Zig:16   | Killed Zattoppaaku the pandemonium lord
296929 | Zig:16   | Noticed Xusonk the pandemonium lord
296930 | Zig:16   | Killed Kontyaf the pandemonium lord
296930 | Zig:16   | Killed Coowiad the pandemonium lord
296931 | Zig:16   | Noticed Waxioxawn the pandemonium lord
296931 | Zig:16   | Noticed Idasid the pandemonium lord
296931 | Zig:16   | Killed Jetuank the pandemonium lord
296932 | Zig:16   | Noticed Huot the pandemonium lord
296934 | Zig:16   | Noticed Geur the pandemonium lord
296934 | Zig:16   | Killed Gaifibojer the pandemonium lord
296935 | Zig:16   | Noticed Uffuij the pandemonium lord
296935 | Zig:16   | Killed Xeujead the pandemonium lord
296936 | Zig:16   | Noticed Puqaan the pandemonium lord
296936 | Zig:16   | Killed Miockeid the pandemonium lord
296936 | Zig:16   | Killed Ocimius the pandemonium lord
296937 | Zig:16   | Noticed Waus the pandemonium lord
296937 | Zig:16   | Noticed Ymuvuibb the pandemonium lord
296937 | Zig:16   | Killed Vyfref the pandemonium lord
296937 | Zig:16   | Killed Nylapusch the pandemonium lord
296938 | Zig:16   | Noticed Furromn the pandemonium lord
296938 | Zig:16   | Noticed Kebuuram the pandemonium lord
296938 | Zig:16   | Noticed Gifrishre the pandemonium lord
296938 | Zig:16   | Killed Hurud the pandemonium lord
296939 | Zig:16   | Noticed Wenil the pandemonium lord
296939 | Zig:16   | Killed Xusonk the pandemonium lord
296939 | Zig:16   | Killed Puqaan the pandemonium lord
296939 | Zig:16   | Killed Inueptibb the pandemonium lord
296939 | Zig:16   | Killed Qifuar the pandemonium lord
296939 | Zig:16   | Killed Huot the pandemonium lord
296939 | Zig:16   | Killed Veiczug the pandemonium lord
296939 | Zig:16   | Killed Etahezenn the pandemonium lord
296939 | Zig:16   | Killed Usarizxo the pandemonium lord
296939 | Zig:16   | Killed Uffuij the pandemonium lord
296939 | Zig:16   | Killed Waxioxawn the pandemonium lord
296939 | Zig:16   | Killed Zened the pandemonium lord
296940 | Zig:16   | Noticed Vovvosaz the pandemonium lord
296940 | Zig:16   | Noticed Cedghute the pandemonium lord
296940 | Zig:16   | Killed Gusox the pandemonium lord
296940 | Zig:16   | Killed Geur the pandemonium lord
296941 | Zig:16   | Noticed Sautweec the pandemonium lord
296941 | Zig:16   | Noticed Ziyfamn the pandemonium lord
296942 | Zig:16   | Noticed Hakimav the pandemonium lord
296942 | Zig:16   | Noticed Yfyotiro the pandemonium lord
296942 | Zig:16   | Noticed Kuat the pandemonium lord
296942 | Zig:16   | Killed Kuat the pandemonium lord
296942 | Zig:16   | Killed Meawi the pandemonium lord
296942 | Zig:16   | Killed Kebuuram the pandemonium lord
296942 | Zig:16   | Killed Idasid the pandemonium lord
296942 | Zig:16   | Killed Necechylo the pandemonium lord
296942 | Zig:16   | Killed Bexkaopyth the pandemonium lord
296942 | Zig:16   | Killed Xodir the pandemonium lord
296944 | Zig:16   | Noticed Tigas the pandemonium lord
296944 | Zig:16   | Noticed Tujotun the pandemonium lord
296946 | Zig:16   | Noticed Zebb the pandemonium lord
296947 | Zig:16   | Noticed Zirukal the pandemonium lord
296947 | Zig:16   | Killed Hakimav the pandemonium lord
296947 | Zig:16   | Killed Wenil the pandemonium lord
296947 | Zig:16   | Killed Cedghute the pandemonium lord
296948 | Zig:16   | Noticed Himitoskecw the pandemonium lord
296948 | Zig:16   | Killed Ducs the pandemonium lord
296948 | Zig:16   | Killed Arer the pandemonium lord
296948 | Zig:16   | Killed Ziyfamn the pandemonium lord
296950 | Zig:16   | Noticed Unoug the pandemonium lord
296951 | Zig:16   | Noticed Sulesonu the pandemonium lord
296951 | Zig:16   | Noticed Voatwuunn the pandemonium lord
296951 | Zig:16   | Noticed Hoamp the pandemonium lord
296951 | Zig:16   | Killed Tujotun the pandemonium lord
296951 | Zig:16   | Killed Uptiat the pandemonium lord
296951 | Zig:16   | Killed Mics the pandemonium lord
296951 | Zig:16   | Killed Rieleyni the pandemonium lord
296951 | Zig:16   | Killed Lunnof the pandemonium lord
296951 | Zig:16   | Killed Furromn the pandemonium lord
296952 | Zig:16   | Noticed Qotrusm the pandemonium lord
296952 | Zig:16   | Noticed Vubligg the pandemonium lord
296952 | Zig:16   | Killed Himitoskecw the pandemonium lord
296952 | Zig:16   | Killed Zirukal the pandemonium lord
296953 | Zig:16   | Noticed Idim the pandemonium lord
296953 | Zig:16   | Noticed Hyis the pandemonium lord
296954 | Zig:16   | Noticed Mugahu the pandemonium lord
296955 | Zig:16   | Noticed Iphete the pandemonium lord
296955 | Zig:16   | Noticed Reme the pandemonium lord
296956 | Zig:16   | Noticed Regg the pandemonium lord
296956 | Zig:16   | Noticed Dejaev the pandemonium lord
296956 | Zig:16   | Killed Sautweec the pandemonium lord
296956 | Zig:16   | Killed Yfyotiro the pandemonium lord
296956 | Zig:16   | Killed Hyis the pandemonium lord
296957 | Zig:16   | Noticed Xiaxu the pandemonium lord
296957 | Zig:16   | Killed Hoamp the pandemonium lord
296957 | Zig:16   | Killed Qoheymadwai the pandemonium lord
296957 | Zig:16   | Killed Zebb the pandemonium lord
296958 | Zig:16   | Noticed Puunya the pandemonium lord
296958 | Zig:16   | Noticed Tenaus the pandemonium lord
296958 | Zig:16   | Killed Waus the pandemonium lord
296959 | Zig:16   | Noticed Cepan the pandemonium lord
296959 | Zig:16   | Noticed Viras the pandemonium lord
296959 | Zig:16   | Killed Vubligg the pandemonium lord
296959 | Zig:16   | Killed Idim the pandemonium lord
296960 | Zig:16   | Killed Xiaxu the pandemonium lord
296960 | Zig:16   | Killed Gifrishre the pandemonium lord
296960 | Zig:16   | Killed Dejaev the pandemonium lord
296960 | Zig:16   | Killed Qotrusm the pandemonium lord
296960 | Zig:16   | Killed Sulesonu the pandemonium lord
296960 | Zig:16   | Killed Voatwuunn the pandemonium lord
296960 | Zig:16   | Killed Mugahu the pandemonium lord
296962 | Zig:16   | Noticed Nobbuafo the pandemonium lord
296962 | Zig:16   | Noticed Gitytsif the pandemonium lord
296962 | Zig:16   | Killed Reme the pandemonium lord
296962 | Zig:16   | Killed Vovvosaz the pandemonium lord
296962 | Zig:16   | Killed Fooriy the pandemonium lord
296962 | Zig:16   | Killed Tigas the pandemonium lord
296963 | Zig:16   | Noticed Uqeatol the pandemonium lord
296964 | Zig:16   | Noticed Inedgh the pandemonium lord
296965 | Zig:16   | Killed Tonkeegumn the pandemonium lord
296965 | Zig:16   | Killed Cyceilast the pandemonium lord
296967 | Zig:16   | Noticed Larithra the pandemonium lord
296967 | Zig:16   | Noticed Ukabafeo the pandemonium lord
296967 | Zig:16   | Killed Unoug the pandemonium lord
296967 | Zig:16   | Killed Gitytsif the pandemonium lord
296967 | Zig:16   | Killed Izeem the pandemonium lord
296967 | Zig:16   | Killed Viras the pandemonium lord
296967 | Zig:16   | Killed Uqeatol the pandemonium lord
296969 | Zig:16   | Killed Puunya the pandemonium lord
296969 | Zig:16   | Killed Ymuvuibb the pandemonium lord
296969 | Zig:16   | Killed Nobbuafo the pandemonium lord
296969 | Zig:16   | Killed Regg the pandemonium lord
296971 | Zig:16   | Noticed Citysou the pandemonium lord
296971 | Zig:16   | Killed Larithra the pandemonium lord
296971 | Zig:16   | Killed Ukabafeo the pandemonium lord
296972 | Zig:16   | Noticed Nuargh the pandemonium lord
296972 | Zig:16   | Noticed Luaffeer the pandemonium lord
296972 | Zig:16   | Killed Inedgh the pandemonium lord
296972 | Zig:16   | Killed Cepan the pandemonium lord
296975 | Zig:16   | Noticed Lipoc the pandemonium lord
296975 | Zig:16   | Killed Citysou the pandemonium lord
296975 | Zig:16   | Killed Lipoc the pandemonium lord
296975 | Zig:16   | Killed Nuargh the pandemonium lord
296976 | Zig:16   | Noticed Sylian the pandemonium lord
296977 | Zig:16   | Noticed Qocwojeu the pandemonium lord
296979 | Zig:16   | Noticed Zearoyr the pandemonium lord
296979 | Zig:16   | Noticed Deigy the pandemonium lord
296980 | Zig:16   | Noticed Afuunweomp the pandemonium lord
296980 | Zig:16   | Noticed Waphoggu the pandemonium lord
296981 | Zig:16   | Noticed Rufikk the pandemonium lord
296981 | Zig:16   | Noticed Fithroj the pandemonium lord
296981 | Zig:16   | Noticed Qeavol the pandemonium lord
296981 | Zig:16   | Noticed Nialuw Otse the pandemonium lord
296982 | Zig:16   | Killed Waphoggu the pandemonium lord
296982 | Zig:16   | Killed Sylian the pandemonium lord
296983 | Zig:16   | Killed Qeavol the pandemonium lord
296984 | Zig:16   | Noticed Dotsewau the pandemonium lord
296984 | Zig:16   | Noticed Ragiz the pandemonium lord
296984 | Zig:16   | Noticed Jooxiq the pandemonium lord
296984 | Zig:16   | Noticed Mysown the pandemonium lord
296985 | Zig:16   | Noticed Wyarghysod the pandemonium lord
296985 | Zig:16   | Noticed Ditseec the pandemonium lord
296985 | Zig:16   | Killed Deigy the pandemonium lord
296985 | Zig:16   | Killed Iphete the pandemonium lord
296985 | Zig:16   | Killed Zearoyr the pandemonium lord
296986 | Zig:16   | Noticed Voeliox the pandemonium lord
296988 | Zig:16   | Noticed Gakhoece the pandemonium lord
296988 | Zig:16   | Killed Qocwojeu the pandemonium lord
296989 | Zig:16   | Noticed Ageloh the pandemonium lord
296989 | Zig:16   | Noticed Lueggucwia the pandemonium lord
296989 | Zig:16   | Killed Afuunweomp the pandemonium lord
296989 | Zig:16   | Killed Fithroj the pandemonium lord
296989 | Zig:16   | Killed Ditseec the pandemonium lord
296989 | Zig:16   | Killed Luaffeer the pandemonium lord
296989 | Zig:16   | Killed Wyarghysod the pandemonium lord
296990 | Zig:16   | Noticed Sawath the pandemonium lord
296991 | Zig:16   | Noticed Qugaett the pandemonium lord
296992 | Zig:16   | Noticed Lydugephe the pandemonium lord
296992 | Zig:16   | Killed Dotsewau the pandemonium lord
296993 | Zig:16   | Noticed Qulujane the pandemonium lord
296993 | Zig:16   | Noticed Louhyq Irgh the pandemonium lord
296993 | Zig:16   | Killed Ageloh the pandemonium lord
296993 | Zig:16   | Killed Jooxiq the pandemonium lord
296993 | Zig:16   | Killed Sawath the pandemonium lord
296993 | Zig:16   | Killed Voeliox the pandemonium lord
296993 | Zig:16   | Killed Doikusam the pandemonium lord
296994 | Zig:16   | Noticed Meutusaw the pandemonium lord
296995 | Zig:16   | Noticed Buopre the pandemonium lord
296997 | Zig:16   | Noticed Xuni the pandemonium lord
296997 | Zig:16   | Killed Buopre the pandemonium lord
296997 | Zig:16   | Killed Rufikk the pandemonium lord
296998 | Zig:16   | Noticed Uvvy the pandemonium lord
296998 | Zig:16   | Noticed Lecenu the pandemonium lord
296998 | Zig:16   | Killed Tenaus the pandemonium lord
296999 | Zig:16   | Killed Xuni the pandemonium lord
296999 | Zig:16   | Killed Louhyq Irgh the pandemonium lord
296999 | Zig:16   | Killed Mysown the pandemonium lord
296999 | Zig:16   | Killed Qulujane the pandemonium lord
296999 | Zig:16   | Killed Bupemin the pandemonium lord
296999 | Zig:16   | Killed Qugaett the pandemonium lord
297001 | Zig:16   | Noticed Wuaqitry the pandemonium lord
297001 | Zig:16   | Killed Pyog the pandemonium lord
297001 | Zig:16   | Killed Lydugephe the pandemonium lord
297001 | Zig:16   | Killed Nialuw Otse the pandemonium lord
297001 | Zig:16   | Killed Ragiz the pandemonium lord
297001 | Zig:16   | Killed Lueggucwia the pandemonium lord
297001 | Zig:16   | Killed Wohe the pandemonium lord
297001 | Zig:16   | Killed Meutusaw the pandemonium lord
297003 | Zig:16   | Noticed Ipeolacs the pandemonium lord
297004 | Zig:16   | Killed Gakhoece the pandemonium lord
297004 | Zig:16   | Killed Uvvy the pandemonium lord
297006 | Zig:16   | Noticed Tucy the pandemonium lord
297007 | Zig:16   | Noticed Meibyewk the pandemonium lord
297008 | Zig:16   | Noticed Jorpheaci the pandemonium lord
297009 | Zig:16   | Noticed Vinou the pandemonium lord
297009 | Zig:16   | Noticed Gosoci the pandemonium lord
297012 | Zig:16   | Noticed Aruow the pandemonium lord
297015 | Zig:16   | Killed Jorpheaci the pandemonium lord
297016 | Zig:16   | Noticed Noll the pandemonium lord
297016 | Zig:16   | Killed Wuaqitry the pandemonium lord
297016 | Zig:16   | Killed Lecenu the pandemonium lord
297016 | Zig:16   | Killed Meibyewk the pandemonium lord
297018 | Zig:16   | Noticed Jyovvaet the pandemonium lord
297018 | Zig:16   | Noticed Zoabaw the pandemonium lord
297019 | Zig:16   | Noticed Catisay the pandemonium lord
297022 | Zig:16   | Killed Ipeolacs the pandemonium lord
297022 | Zig:16   | Killed Vinou the pandemonium lord
297022 | Zig:16   | Killed Getopycest the pandemonium lord
297022 | Zig:16   | Killed Taris the pandemonium lord
297022 | Zig:16   | Killed Noll the pandemonium lord
297024 | Zig:16   | Killed Aruow the pandemonium lord
297025 | Zig:16   | Noticed Wemaeteu the pandemonium lord
297025 | Zig:16   | Killed Tucy the pandemonium lord
297025 | Zig:16   | Killed Catisay the pandemonium lord
297026 | Zig:16   | Killed Wemaeteu the pandemonium lord
297027 | Zig:16   | Noticed Jopipnimm the pandemonium lord
297028 | Zig:16   | Killed Jopipnimm the pandemonium lord
297028 | Zig:16   | Killed Zoabaw the pandemonium lord
297028 | Zig:16   | Killed Gosoci the pandemonium lord
297030 | Zig:16   | Noticed Ysepoh the pandemonium lord
297030 | Zig:16   | Killed Jyovvaet the pandemonium lord
297039 | Zig:16   | Killed Ysepoh the pandemonium lord
297168 | Zig:16   | Identified the Tome of Excruciating Contamination
297312 | Zig:17   | Entered Level 17 of a ziggurat
297406 | Zig:17   | Killed a starcursed mass
297781 | Zig:17   | Identified the Reference Book on Unholy Heat
297802 | Zig:17   | Got a brightly glowing ivory ring
297804 | Zig:17   | Identified the ring of Yendor {rF++ Int+6} (You found it on level 17 of a ziggurat)
297849 | Zig:17   | Got a sparkling jade ring
297851 | Zig:17   | Identified the cursed ring "Noaggaot" {MR++ AC-2 Stlth+} (You found it on level 17 of a ziggurat)
297936 | Zig:17   | Identified the +3 broad axe of Yfogak {chop, rElec} (You found it on level 17 of a ziggurat)
297964 | Zig:18   | Entered Level 18 of a ziggurat
297964 | Zig:18   | Noticed a juggernaut
297964 | Zig:18   | Noticed a juggernaut
297964 | Zig:18   | Noticed a juggernaut
297964 | Zig:18   | Noticed a juggernaut
297964 | Zig:18   | Noticed a juggernaut
297964 | Zig:18   | Noticed a juggernaut
297964 | Zig:18   | Noticed a juggernaut
297964 | Zig:18   | Noticed a juggernaut
297964 | Zig:18   | Noticed a juggernaut
297966 | Zig:18   | Noticed a juggernaut
297967 | Zig:18   | Noticed a juggernaut
297969 | Zig:18   | Noticed a juggernaut
297969 | Zig:18   | Noticed a juggernaut
297969 | Zig:18   | Noticed a juggernaut
297971 | Zig:18   | Noticed a juggernaut
297973 | Zig:18   | Killed a juggernaut
297973 | Zig:18   | Killed a juggernaut
297973 | Zig:18   | Killed a juggernaut
297973 | Zig:18   | Killed a juggernaut
297973 | Zig:18   | Killed a juggernaut
297973 | Zig:18   | Killed a juggernaut
297973 | Zig:18   | Killed a juggernaut
297973 | Zig:18   | Killed a juggernaut
297973 | Zig:18   | Killed a juggernaut
297973 | Zig:18   | Killed a juggernaut
297973 | Zig:18   | Killed a juggernaut
297973 | Zig:18   | Killed a juggernaut
297973 | Zig:18   | Killed a juggernaut
297973 | Zig:18   | Killed a juggernaut
297973 | Zig:18   | Killed a juggernaut
297974 | Zig:18   | Noticed a juggernaut
297974 | Zig:18   | Noticed a juggernaut
297974 | Zig:18   | Noticed a juggernaut
297974 | Zig:18   | Noticed a juggernaut
297975 | Zig:18   | Noticed a juggernaut
297975 | Zig:18   | Noticed a juggernaut
297975 | Zig:18   | Noticed a juggernaut
297975 | Zig:18   | Noticed a juggernaut
297976 | Zig:18   | Noticed a juggernaut
297976 | Zig:18   | Noticed a juggernaut
297977 | Zig:18   | Noticed a juggernaut
297978 | Zig:18   | Noticed a juggernaut
297978 | Zig:18   | Noticed a juggernaut
297979 | Zig:18   | Noticed a juggernaut
297980 | Zig:18   | Noticed a juggernaut
297980 | Zig:18   | Noticed a juggernaut
297980 | Zig:18   | Noticed a juggernaut
297981 | Zig:18   | Noticed a juggernaut
297981 | Zig:18   | Killed a juggernaut
297981 | Zig:18   | Killed a juggernaut
297981 | Zig:18   | Killed a juggernaut
297981 | Zig:18   | Killed a juggernaut
297981 | Zig:18   | Killed a juggernaut
297981 | Zig:18   | Killed a juggernaut
297981 | Zig:18   | Killed a juggernaut
297981 | Zig:18   | Killed a juggernaut
297981 | Zig:18   | Killed a juggernaut
297981 | Zig:18   | Killed a juggernaut
297981 | Zig:18   | Killed a juggernaut
297981 | Zig:18   | Killed a juggernaut
297981 | Zig:18   | Killed a juggernaut
297981 | Zig:18   | Killed a juggernaut
297981 | Zig:18   | Killed a juggernaut
297981 | Zig:18   | Killed a juggernaut
297982 | Zig:18   | Noticed a juggernaut
297982 | Zig:18   | Noticed a juggernaut
297982 | Zig:18   | Noticed a juggernaut
297982 | Zig:18   | Noticed a juggernaut
297982 | Zig:18   | Noticed a juggernaut
297982 | Zig:18   | Noticed a juggernaut
297982 | Zig:18   | Noticed a juggernaut
297982 | Zig:18   | Noticed a juggernaut
297983 | Zig:18   | Noticed a juggernaut
297983 | Zig:18   | Noticed a juggernaut
297983 | Zig:18   | Noticed a juggernaut
297983 | Zig:18   | Noticed a juggernaut
297983 | Zig:18   | Noticed a juggernaut
297983 | Zig:18   | Noticed a juggernaut
297984 | Zig:18   | Noticed a juggernaut
297985 | Zig:18   | Noticed a juggernaut
297986 | Zig:18   | Noticed a juggernaut
297987 | Zig:18   | Killed a juggernaut
297987 | Zig:18   | Killed a juggernaut
297987 | Zig:18   | Killed a juggernaut
297987 | Zig:18   | Killed a juggernaut
297987 | Zig:18   | Killed a juggernaut
297987 | Zig:18   | Killed a juggernaut
297987 | Zig:18   | Killed a juggernaut
297987 | Zig:18   | Killed a juggernaut
297987 | Zig:18   | Killed a juggernaut
297987 | Zig:18   | Killed a juggernaut
297987 | Zig:18   | Killed a juggernaut
297988 | Zig:18   | Noticed a juggernaut
297988 | Zig:18   | Killed a juggernaut
297990 | Zig:18   | Noticed a juggernaut
297991 | Zig:18   | Noticed a juggernaut
297991 | Zig:18   | Noticed a juggernaut
297992 | Zig:18   | Noticed a juggernaut
297993 | Zig:18   | Noticed a juggernaut
297994 | Zig:18   | Noticed a juggernaut
297995 | Zig:18   | Noticed a juggernaut
297995 | Zig:18   | Noticed a juggernaut
297998 | Zig:18   | Noticed a juggernaut
297998 | Zig:18   | Noticed a juggernaut
297998 | Zig:18   | Killed a juggernaut
297998 | Zig:18   | Killed a juggernaut
297998 | Zig:18   | Killed a juggernaut
297998 | Zig:18   | Killed a juggernaut
297998 | Zig:18   | Killed a juggernaut
297998 | Zig:18   | Killed a juggernaut
297998 | Zig:18   | Killed a juggernaut
297998 | Zig:18   | Killed a juggernaut
297998 | Zig:18   | Killed a juggernaut
297998 | Zig:18   | Killed a juggernaut
297998 | Zig:18   | Killed a juggernaut
297998 | Zig:18   | Killed a juggernaut
297998 | Zig:18   | Killed a juggernaut
297998 | Zig:18   | Killed a juggernaut
297998 | Zig:18   | Killed a juggernaut
297998 | Zig:18   | Killed a juggernaut
297999 | Zig:18   | Noticed a juggernaut
297999 | Zig:18   | Noticed a juggernaut
298000 | Zig:18   | Noticed a juggernaut
298000 | Zig:18   | Noticed a juggernaut
298000 | Zig:18   | Noticed a juggernaut
298001 | Zig:18   | Noticed a juggernaut
298001 | Zig:18   | Noticed a juggernaut
298001 | Zig:18   | Noticed a juggernaut
298001 | Zig:18   | Noticed a juggernaut
298001 | Zig:18   | Noticed a juggernaut
298002 | Zig:18   | Noticed a juggernaut
298003 | Zig:18   | Noticed a juggernaut
298008 | Zig:18   | Killed a juggernaut
298008 | Zig:18   | Killed a juggernaut
298008 | Zig:18   | Killed a juggernaut
298008 | Zig:18   | Killed a juggernaut
298008 | Zig:18   | Killed a juggernaut
298008 | Zig:18   | Killed a juggernaut
298008 | Zig:18   | Killed a juggernaut
298008 | Zig:18   | Killed a juggernaut
298008 | Zig:18   | Killed a juggernaut
298008 | Zig:18   | Killed a juggernaut
298008 | Zig:18   | Killed a juggernaut
298008 | Zig:18   | Killed a juggernaut
298008 | Zig:18   | Killed a juggernaut
298008 | Zig:18   | Killed a juggernaut
298009 | Zig:18   | Noticed a juggernaut
298009 | Zig:18   | Noticed a juggernaut
298011 | Zig:18   | Noticed a juggernaut
298011 | Zig:18   | Noticed a juggernaut
298012 | Zig:18   | Noticed a juggernaut
298013 | Zig:18   | Noticed a juggernaut
298013 | Zig:18   | Noticed a juggernaut
298013 | Zig:18   | Noticed a juggernaut
298014 | Zig:18   | Noticed a juggernaut
298015 | Zig:18   | Noticed a juggernaut
298021 | Zig:18   | Killed a juggernaut
298021 | Zig:18   | Killed a juggernaut
298021 | Zig:18   | Killed a juggernaut
298021 | Zig:18   | Killed a juggernaut
298021 | Zig:18   | Killed a juggernaut
298021 | Zig:18   | Killed a juggernaut
298021 | Zig:18   | Killed a juggernaut
298021 | Zig:18   | Killed a juggernaut
298021 | Zig:18   | Killed a juggernaut
298021 | Zig:18   | Killed a juggernaut
298022 | Zig:18   | Noticed a juggernaut
298022 | Zig:18   | Noticed a juggernaut
298025 | Zig:18   | Noticed a juggernaut
298031 | Zig:18   | Killed a juggernaut
298031 | Zig:18   | Killed a juggernaut
298031 | Zig:18   | Killed a juggernaut
298033 | Zig:18   | Noticed a juggernaut
298041 | Zig:18   | Killed a juggernaut
298387 | Zig:19   | Entered Level 19 of a ziggurat
298405 | Zig:19   | Paralysed by you for 4 turns
298463 | Zig:19   | Killed a starcursed mass
298559 | Zig:19   | Identified the Guide on Warped Ice
298568 | Zig:19   | Got a faintly glowing tin ring
298569 | Zig:19   | Identified the ring "Ytias" {rF+ Int+3} (You found it on level 19 of a ziggurat)
298578 | Zig:19   | Got a faintly glowing granite ring
298579 | Zig:19   | Identified the ring "Tisonil" {*Slow Int+10 Dex+6 Slay+3 Stlth+} (You found it on level 19 of a ziggurat)
298595 | Zig:19   | Got a steaming copper amulet
298596 | Zig:19   | Identified the amulet "Mufuon" {+Rage +Fly MR++ Str+3 Int-3} (You found it on level 19 of a ziggurat)
298600 | Zig:19   | Got a sparkling brass ring
298602 | Zig:19   | Identified the ring of Freedom {rElec rF++ rC+ Str+5 Int-4} (You found it on level 19 of a ziggurat)
298761 | Zig:20   | Entered Level 20 of a ziggurat
298761 | Zig:20   | Noticed an orb of fire
298761 | Zig:20   | Noticed an orb of fire
298761 | Zig:20   | Noticed an orb of fire
298761 | Zig:20   | Noticed an orb of fire
298761 | Zig:20   | Noticed an orb of fire
298761 | Zig:20   | Noticed an orb of fire
298761 | Zig:20   | Noticed an orb of fire
298761 | Zig:20   | Noticed an orb of fire
298761 | Zig:20   | Noticed an orb of fire
298761 | Zig:20   | Noticed an orb of fire
298761 | Zig:20   | Noticed an orb of fire
298761 | Zig:20   | Noticed an orb of fire
298761 | Zig:20   | Noticed an orb of fire
298761 | Zig:20   | Noticed an orb of fire
298761 | Zig:20   | Noticed an orb of fire
298761 | Zig:20   | Noticed an orb of fire
298761 | Zig:20   | Noticed an orb of fire
298761 | Zig:20   | Noticed an orb of fire
298761 | Zig:20   | Noticed an orb of fire
298763 | Zig:20   | Noticed an orb of fire
298763 | Zig:20   | Noticed an orb of fire
298763 | Zig:20   | Noticed an orb of fire
298763 | Zig:20   | Noticed an orb of fire
298763 | Zig:20   | Noticed an orb of fire
298765 | Zig:20   | Noticed an orb of fire
298766 | Zig:20   | Noticed an orb of fire
298766 | Zig:20   | Noticed an orb of fire
298766 | Zig:20   | Noticed an orb of fire
298766 | Zig:20   | Killed an orb of fire
298766 | Zig:20   | Killed an orb of fire
298767 | Zig:20   | Noticed an orb of fire
298767 | Zig:20   | Noticed an orb of fire
298767 | Zig:20   | Noticed an orb of fire
298767 | Zig:20   | Killed an orb of fire
298767 | Zig:20   | Killed an orb of fire
298767 | Zig:20   | Killed an orb of fire
298767 | Zig:20   | Killed an orb of fire
298767 | Zig:20   | Killed an orb of fire
298767 | Zig:20   | Killed an orb of fire
298768 | Zig:20   | Noticed an orb of fire
298768 | Zig:20   | Killed an orb of fire
298768 | Zig:20   | Killed an orb of fire
298768 | Zig:20   | Killed an orb of fire
298768 | Zig:20   | Killed an orb of fire
298768 | Zig:20   | Killed an orb of fire
298768 | Zig:20   | Killed an orb of fire
298768 | Zig:20   | Killed an orb of fire
298768 | Zig:20   | Killed an orb of fire
298768 | Zig:20   | Killed an orb of fire
298768 | Zig:20   | Killed an orb of fire
298768 | Zig:20   | Killed an orb of fire
298768 | Zig:20   | Killed an orb of fire
298768 | Zig:20   | Killed an orb of fire
298768 | Zig:20   | Killed an orb of fire
298768 | Zig:20   | Killed an orb of fire
298769 | Zig:20   | Noticed an orb of fire
298770 | Zig:20   | Noticed an orb of fire
298771 | Zig:20   | Killed an orb of fire
298771 | Zig:20   | Killed an orb of fire
298771 | Zig:20   | Killed an orb of fire
298772 | Zig:20   | Noticed an orb of fire
298773 | Zig:20   | Noticed an orb of fire
298773 | Zig:20   | Noticed an orb of fire
298773 | Zig:20   | Killed an orb of fire
298773 | Zig:20   | Killed an orb of fire
298774 | Zig:20   | Noticed an orb of fire
298774 | Zig:20   | Noticed an orb of fire
298774 | Zig:20   | Killed an orb of fire
298775 | Zig:20   | Noticed an orb of fire
298775 | Zig:20   | Noticed an orb of fire
298775 | Zig:20   | Noticed an orb of fire
298775 | Zig:20   | Killed an orb of fire
298775 | Zig:20   | Killed an orb of fire
298776 | Zig:20   | Noticed an orb of fire
298776 | Zig:20   | Noticed an orb of fire
298776 | Zig:20   | Noticed an orb of fire
298777 | Zig:20   | Noticed an orb of fire
298777 | Zig:20   | Killed an orb of fire
298778 | Zig:20   | Noticed an orb of fire
298778 | Zig:20   | Noticed an orb of fire
298778 | Zig:20   | Noticed an orb of fire
298778 | Zig:20   | Killed an orb of fire
298778 | Zig:20   | Killed an orb of fire
298779 | Zig:20   | Noticed an orb of fire
298779 | Zig:20   | Noticed an orb of fire
298779 | Zig:20   | Noticed an orb of fire
298779 | Zig:20   | Noticed an orb of fire
298781 | Zig:20   | Noticed an orb of fire
298782 | Zig:20   | Noticed an orb of fire
298782 | Zig:20   | Noticed an orb of fire
298784 | Zig:20   | Noticed an orb of fire
298786 | Zig:20   | Killed an orb of fire
298787 | Zig:20   | Killed an orb of fire
298788 | Zig:20   | Killed an orb of fire
298788 | Zig:20   | Killed an orb of fire
298790 | Zig:20   | Killed an orb of fire
298791 | Zig:20   | Killed an orb of fire
298792 | Zig:20   | Killed an orb of fire
298792 | Zig:20   | Killed an orb of fire
298793 | Zig:20   | Noticed an orb of fire
298793 | Zig:20   | Killed an orb of fire
298793 | Zig:20   | Killed an orb of fire
298795 | Zig:20   | Noticed an orb of fire
298795 | Zig:20   | Killed an orb of fire
298800 | Zig:20   | Killed an orb of fire
298806 | Zig:20   | Killed an orb of fire
298807 | Zig:20   | Killed an orb of fire
298808 | Zig:20   | Killed an orb of fire
298808 | Zig:20   | Killed an orb of fire
298809 | Zig:20   | Killed an orb of fire
298809 | Zig:20   | Killed an orb of fire
298812 | Zig:20   | Killed an orb of fire
298813 | Zig:20   | Killed an orb of fire
298814 | Zig:20   | Killed an orb of fire
298819 | Zig:20   | Noticed an orb of fire
298820 | Zig:20   | Killed an orb of fire
298824 | Zig:20   | Killed an orb of fire
298826 | Zig:20   | Killed an orb of fire
298828 | Zig:20   | Noticed an orb of fire
298829 | Zig:20   | Noticed an orb of fire
298830 | Zig:20   | Noticed an orb of fire
298830 | Zig:20   | Killed an orb of fire
298833 | Zig:20   | Noticed an orb of fire
298833 | Zig:20   | Noticed an orb of fire
298833 | Zig:20   | Noticed an orb of fire
298834 | Zig:20   | Killed an orb of fire
298839 | Zig:20   | Noticed an orb of fire
298841 | Zig:20   | Noticed an orb of fire
298843 | Zig:20   | Killed an orb of fire
298844 | Zig:20   | Killed an orb of fire
298845 | Zig:20   | Noticed an orb of fire
298845 | Zig:20   | Killed an orb of fire
298845 | Zig:20   | Killed an orb of fire
298846 | Zig:20   | Noticed an orb of fire
298847 | Zig:20   | Noticed an orb of fire
298847 | Zig:20   | Noticed an orb of fire
298847 | Zig:20   | Noticed an orb of fire
298847 | Zig:20   | Killed an orb of fire
298847 | Zig:20   | Killed an orb of fire
298848 | Zig:20   | Noticed an orb of fire
298852 | Zig:20   | Killed an orb of fire
298856 | Zig:20   | Noticed an orb of fire
298860 | Zig:20   | Killed an orb of fire
298862 | Zig:20   | Noticed an orb of fire
298862 | Zig:20   | Killed an orb of fire
298862 | Zig:20   | Killed an orb of fire
298864 | Zig:20   | Noticed an orb of fire
298864 | Zig:20   | Noticed an orb of fire
298866 | Zig:20   | Killed an orb of fire
298867 | Zig:20   | Killed an orb of fire
298874 | Zig:20   | Killed an orb of fire
298875 | Zig:20   | Killed an orb of fire
298875 | Zig:20   | Killed an orb of fire
298877 | Zig:20   | Noticed an orb of fire
298878 | Zig:20   | Noticed an orb of fire
298878 | Zig:20   | Noticed an orb of fire
298878 | Zig:20   | Noticed an orb of fire
298879 | Zig:20   | Noticed an orb of fire
298880 | Zig:20   | Killed an orb of fire
298882 | Zig:20   | Noticed an orb of fire
298882 | Zig:20   | Killed an orb of fire
298883 | Zig:20   | Killed an orb of fire
298891 | Zig:20   | Noticed an orb of fire
298891 | Zig:20   | Noticed an orb of fire
298893 | Zig:20   | Noticed an orb of fire
298893 | Zig:20   | Noticed an orb of fire
298893 | Zig:20   | Noticed an orb of fire
298893 | Zig:20   | Noticed an orb of fire
298894 | Zig:20   | Noticed an orb of fire
298894 | Zig:20   | Noticed an orb of fire
298901 | Zig:20   | Noticed an orb of fire
298901 | Zig:20   | Killed an orb of fire
298901 | Zig:20   | Killed an orb of fire
298902 | Zig:20   | Killed an orb of fire
298904 | Zig:20   | Noticed an orb of fire
298904 | Zig:20   | Killed an orb of fire
298905 | Zig:20   | Noticed an orb of fire
298906 | Zig:20   | Killed an orb of fire
298907 | Zig:20   | Killed an orb of fire
298912 | Zig:20   | Killed an orb of fire
298914 | Zig:20   | Noticed an orb of fire
298918 | Zig:20   | Killed an orb of fire
298919 | Zig:20   | Killed an orb of fire
298919 | Zig:20   | Killed an orb of fire
298920 | Zig:20   | Killed an orb of fire
298921 | Zig:20   | Killed an orb of fire
298922 | Zig:20   | Killed an orb of fire
298922 | Zig:20   | Killed an orb of fire
298923 | Zig:20   | Noticed an orb of fire
298923 | Zig:20   | Killed an orb of fire
298924 | Zig:20   | Noticed an orb of fire
298925 | Zig:20   | Noticed an orb of fire
298925 | Zig:20   | Noticed an orb of fire
298925 | Zig:20   | Noticed an orb of fire
298925 | Zig:20   | Noticed an orb of fire
298928 | Zig:20   | Noticed an orb of fire
298928 | Zig:20   | Killed an orb of fire
298930 | Zig:20   | Killed an orb of fire
298935 | Zig:20   | Killed an orb of fire
298937 | Zig:20   | Killed an orb of fire
298940 | Zig:20   | Killed an orb of fire
298941 | Zig:20   | Killed an orb of fire
298946 | Zig:20   | Noticed an orb of fire
298950 | Zig:20   | Killed an orb of fire
298952 | Zig:20   | Killed an orb of fire
298952 | Zig:20   | Killed an orb of fire
298953 | Zig:20   | Killed an orb of fire
298955 | Zig:20   | Noticed an orb of fire
298956 | Zig:20   | Noticed an orb of fire
298957 | Zig:20   | Killed an orb of fire
298959 | Zig:20   | Noticed an orb of fire
298959 | Zig:20   | Noticed an orb of fire
298965 | Zig:20   | Noticed an orb of fire
298965 | Zig:20   | Noticed an orb of fire
298965 | Zig:20   | Noticed an orb of fire
298966 | Zig:20   | Noticed an orb of fire
298967 | Zig:20   | Noticed an orb of fire
298967 | Zig:20   | Killed an orb of fire
298968 | Zig:20   | Noticed an orb of fire
298969 | Zig:20   | Killed an orb of fire
298970 | Zig:20   | Killed an orb of fire
298971 | Zig:20   | Noticed an orb of fire
298971 | Zig:20   | Noticed an orb of fire
298971 | Zig:20   | Noticed an orb of fire
298971 | Zig:20   | Noticed an orb of fire
298971 | Zig:20   | Noticed an orb of fire
298974 | Zig:20   | Noticed an orb of fire
298975 | Zig:20   | Noticed an orb of fire
298980 | Zig:20   | Killed an orb of fire
298984 | Zig:20   | Killed an orb of fire
298985 | Zig:20   | Killed an orb of fire
298985 | Zig:20   | Killed an orb of fire
298986 | Zig:20   | Killed an orb of fire
298987 | Zig:20   | Killed an orb of fire
298989 | Zig:20   | Killed an orb of fire
298991 | Zig:20   | Noticed an orb of fire
298991 | Zig:20   | Killed an orb of fire
298999 | Zig:20   | Killed an orb of fire
298999 | Zig:20   | Killed an orb of fire
299001 | Zig:20   | Killed an orb of fire
299001 | Zig:20   | Killed an orb of fire
299004 | Zig:20   | Killed an orb of fire
299006 | Zig:20   | Noticed an orb of fire
299006 | Zig:20   | Killed an orb of fire
299011 | Zig:20   | Noticed an orb of fire
299011 | Zig:20   | Noticed an orb of fire
299011 | Zig:20   | Noticed an orb of fire
299017 | Zig:20   | Noticed an orb of fire
299017 | Zig:20   | Noticed an orb of fire
299020 | Zig:20   | Killed an orb of fire
299022 | Zig:20   | Noticed an orb of fire
299022 | Zig:20   | Noticed an orb of fire
299025 | Zig:20   | Noticed an orb of fire
299026 | Zig:20   | Noticed an orb of fire
299026 | Zig:20   | Noticed an orb of fire
299026 | Zig:20   | Noticed an orb of fire
299026 | Zig:20   | Noticed an orb of fire
299026 | Zig:20   | Noticed an orb of fire
299026 | Zig:20   | Noticed an orb of fire
299027 | Zig:20   | Noticed an orb of fire
299028 | Zig:20   | Killed an orb of fire
299029 | Zig:20   | Killed an orb of fire
299037 | Zig:20   | Killed an orb of fire
299037 | Zig:20   | Killed an orb of fire
299038 | Zig:20   | Noticed an orb of fire
299040 | Zig:20   | Killed an orb of fire
299041 | Zig:20   | Killed an orb of fire
299043 | Zig:20   | Noticed an orb of fire
299043 | Zig:20   | Killed an orb of fire
299044 | Zig:20   | Killed an orb of fire
299045 | Zig:20   | Killed an orb of fire
299046 | Zig:20   | Killed an orb of fire
299050 | Zig:20   | Noticed an orb of fire
299053 | Zig:20   | Killed an orb of fire
299056 | Zig:20   | Killed an orb of fire
299057 | Zig:20   | Killed an orb of fire
299060 | Zig:20   | Killed an orb of fire
299061 | Zig:20   | Killed an orb of fire
299063 | Zig:20   | Noticed an orb of fire
299063 | Zig:20   | Noticed an orb of fire
299063 | Zig:20   | Noticed an orb of fire
299067 | Zig:20   | Killed an orb of fire
299070 | Zig:20   | Killed an orb of fire
299073 | Zig:20   | Killed an orb of fire
299077 | Zig:20   | Noticed an orb of fire
299077 | Zig:20   | Killed an orb of fire
299080 | Zig:20   | Noticed an orb of fire
299081 | Zig:20   | Killed an orb of fire
299084 | Zig:20   | Noticed an orb of fire
299084 | Zig:20   | Noticed an orb of fire
299085 | Zig:20   | Noticed an orb of fire
299089 | Zig:20   | Killed an orb of fire
299094 | Zig:20   | Noticed an orb of fire
299099 | Zig:20   | Killed an orb of fire
299100 | Zig:20   | Noticed an orb of fire
299100 | Zig:20   | Noticed an orb of fire
299101 | Zig:20   | Noticed an orb of fire
299101 | Zig:20   | Killed an orb of fire
299104 | Zig:20   | Killed an orb of fire
299105 | Zig:20   | Killed an orb of fire
299105 | Zig:20   | Killed an orb of fire
299106 | Zig:20   | Noticed an orb of fire
299106 | Zig:20   | Killed an orb of fire
299107 | Zig:20   | Noticed an orb of fire
299108 | Zig:20   | Noticed an orb of fire
299108 | Zig:20   | Noticed an orb of fire
299108 | Zig:20   | Noticed an orb of fire
299108 | Zig:20   | Noticed an orb of fire
299109 | Zig:20   | Noticed an orb of fire
299109 | Zig:20   | Noticed an orb of fire
299112 | Zig:20   | Noticed an orb of fire
299114 | Zig:20   | Noticed an orb of fire
299114 | Zig:20   | Noticed an orb of fire
299116 | Zig:20   | Killed an orb of fire
299120 | Zig:20   | Noticed an orb of fire
299121 | Zig:20   | Noticed an orb of fire
299121 | Zig:20   | Killed an orb of fire
299131 | Zig:20   | Killed an orb of fire
299132 | Zig:20   | Killed an orb of fire
299134 | Zig:20   | Killed an orb of fire
299135 | Zig:20   | Killed an orb of fire
299136 | Zig:20   | Killed an orb of fire
299136 | Zig:20   | Killed an orb of fire
299137 | Zig:20   | Killed an orb of fire
299138 | Zig:20   | Killed an orb of fire
299139 | Zig:20   | Killed an orb of fire
299139 | Zig:20   | Killed an orb of fire
299148 | Zig:20   | Killed an orb of fire
299149 | Zig:20   | Killed an orb of fire
299151 | Zig:20   | Killed an orb of fire
299152 | Zig:20   | Killed an orb of fire
299154 | Zig:20   | Noticed an orb of fire
299155 | Zig:20   | Noticed an orb of fire
299155 | Zig:20   | Killed an orb of fire
299158 | Zig:20   | Noticed an orb of fire
299165 | Zig:20   | Noticed an orb of fire
299171 | Zig:20   | Killed an orb of fire
299175 | Zig:20   | Killed an orb of fire
299177 | Zig:20   | Killed an orb of fire
299178 | Zig:20   | Noticed an orb of fire
299183 | Zig:20   | Noticed an orb of fire
299185 | Zig:20   | Noticed an orb of fire
299185 | Zig:20   | Killed an orb of fire
299186 | Zig:20   | Noticed an orb of fire
299188 | Zig:20   | Noticed an orb of fire
299189 | Zig:20   | Noticed an orb of fire
299193 | Zig:20   | Noticed an orb of fire
299212 | Zig:20   | Noticed an orb of fire
299216 | Zig:20   | Noticed an orb of fire
299216 | Zig:20   | Noticed an orb of fire
299216 | Zig:20   | Killed an orb of fire
299217 | Zig:20   | Killed an orb of fire
299217 | Zig:20   | Killed an orb of fire
299219 | Zig:20   | Killed an orb of fire
299221 | Zig:20   | Killed an orb of fire
299222 | Zig:20   | Killed an orb of fire
299222 | Zig:20   | Killed an orb of fire
299229 | Zig:20   | Killed an orb of fire
299241 | Zig:20   | Noticed an orb of fire
299241 | Zig:20   | Noticed an orb of fire
299247 | Zig:20   | Noticed an orb of fire
299248 | Zig:20   | Killed an orb of fire
299249 | Zig:20   | Noticed an orb of fire
299253 | Zig:20   | Killed an orb of fire
299270 | Zig:20   | Noticed an orb of fire
299272 | Zig:20   | Killed an orb of fire
299274 | Zig:20   | Noticed an orb of fire
299274 | Zig:20   | Killed an orb of fire
299277 | Zig:20   | Killed an orb of fire
299278 | Zig:20   | Noticed an orb of fire
299278 | Zig:20   | Killed an orb of fire
299283 | Zig:20   | Killed an orb of fire
299284 | Zig:20   | Noticed an orb of fire
299284 | Zig:20   | Noticed an orb of fire
299289 | Zig:20   | Killed an orb of fire
299292 | Zig:20   | Noticed an orb of fire
299301 | Zig:20   | Noticed an orb of fire
299302 | Zig:20   | Killed an orb of fire
299310 | Zig:20   | Killed an orb of fire
299315 | Zig:20   | Killed an orb of fire
299317 | Zig:20   | Noticed an orb of fire
299317 | Zig:20   | Killed an orb of fire
299330 | Zig:20   | Killed an orb of fire
299331 | Zig:20   | Killed an orb of fire
299337 | Zig:20   | Noticed an orb of fire
299340 | Zig:20   | Noticed an orb of fire
299340 | Zig:20   | Noticed an orb of fire
299341 | Zig:20   | Noticed an orb of fire
299352 | Zig:20   | Noticed an orb of fire
299353 | Zig:20   | Killed an orb of fire
299357 | Zig:20   | Noticed an orb of fire
299359 | Zig:20   | Killed an orb of fire
299362 | Zig:20   | Killed an orb of fire
299364 | Zig:20   | Killed an orb of fire
299370 | Zig:20   | Killed an orb of fire
299374 | Zig:20   | Killed an orb of fire
299381 | Zig:20   | Noticed an orb of fire
299394 | Zig:20   | Killed an orb of fire
299403 | Zig:20   | Noticed an orb of fire
299411 | Zig:20   | Killed an orb of fire
299450 | Zig:20   | Got an ancient copper ring
299452 | Zig:20   | Identified the ring "Luownaam" {rCorr rN+} (You found it on level 20 of a ziggurat)
299456 | Zig:20   | Identified the +2 pair of boots of the Hot Ocelot {rCorr} (You found it on level 20 of a ziggurat)
299622 | Zig:21   | Entered Level 21 of a ziggurat
299966 | Zig:21   | Got a translucent ivory amulet
299967 | Zig:21   | Identified the amulet "Haigit" {RegenMP rElec Int+2 Dex+2} (You found it on level 21 of a ziggurat)
300004 | Zig:21   | Got a slimy tin ring
300005 | Zig:21   | Identified the ring "Lud Sues" {rPois rF+++ rN+ Slay+2 Stlth-} (You found it on level 21 of a ziggurat)
300017 | Zig:21   | Got a sparkling silver ring
300019 | Zig:21   | Identified the ring of the Duke {Fire rElec rN++} (You found it on level 21 of a ziggurat)
300036 | Zig:21   | Identified the Tome of Quantum Bewitchment
300081 | Zig:21   | Identified the +5 double sword "Raent" {drain, rC+} (You found it on level 21 of a ziggurat)
300111 | Zig:22   | Entered Level 22 of a ziggurat
300112 | Zig:22   | Noticed a juggernaut
300113 | Zig:22   | Noticed a juggernaut
300113 | Zig:22   | Noticed a juggernaut
300113 | Zig:22   | Noticed a juggernaut
300113 | Zig:22   | Noticed a juggernaut
300113 | Zig:22   | Noticed a juggernaut
300114 | Zig:22   | Noticed a juggernaut
300114 | Zig:22   | Noticed a juggernaut
300115 | Zig:22   | Noticed a juggernaut
300116 | Zig:22   | Noticed a juggernaut
300118 | Zig:22   | Noticed a juggernaut
300119 | Zig:22   | Noticed a juggernaut
300119 | Zig:22   | Noticed a juggernaut
300120 | Zig:22   | Noticed a juggernaut
300123 | Zig:22   | Killed a juggernaut
300123 | Zig:22   | Killed a juggernaut
300123 | Zig:22   | Killed a juggernaut
300123 | Zig:22   | Killed a juggernaut
300123 | Zig:22   | Killed a juggernaut
300123 | Zig:22   | Killed a juggernaut
300123 | Zig:22   | Killed a juggernaut
300123 | Zig:22   | Killed a juggernaut
300123 | Zig:22   | Killed a juggernaut
300123 | Zig:22   | Killed a juggernaut
300123 | Zig:22   | Killed a juggernaut
300123 | Zig:22   | Killed a juggernaut
300123 | Zig:22   | Killed a juggernaut
300123 | Zig:22   | Killed a juggernaut
300124 | Zig:22   | Noticed a juggernaut
300124 | Zig:22   | Noticed a juggernaut
300124 | Zig:22   | Noticed a juggernaut
300124 | Zig:22   | Noticed a juggernaut
300125 | Zig:22   | Noticed a juggernaut
300125 | Zig:22   | Noticed a juggernaut
300125 | Zig:22   | Noticed a juggernaut
300126 | Zig:22   | Noticed a juggernaut
300126 | Zig:22   | Noticed a juggernaut
300126 | Zig:22   | Noticed a juggernaut
300126 | Zig:22   | Noticed a juggernaut
300126 | Zig:22   | Noticed a juggernaut
300127 | Zig:22   | Noticed a juggernaut
300127 | Zig:22   | Noticed a juggernaut
300127 | Zig:22   | Noticed a juggernaut
300130 | Zig:22   | Noticed a juggernaut
300131 | Zig:22   | Noticed a juggernaut
300134 | Zig:22   | Killed a juggernaut
300134 | Zig:22   | Killed a juggernaut
300134 | Zig:22   | Killed a juggernaut
300134 | Zig:22   | Killed a juggernaut
300134 | Zig:22   | Killed a juggernaut
300134 | Zig:22   | Killed a juggernaut
300134 | Zig:22   | Killed a juggernaut
300134 | Zig:22   | Killed a juggernaut
300134 | Zig:22   | Killed a juggernaut
300134 | Zig:22   | Killed a juggernaut
300134 | Zig:22   | Killed a juggernaut
300134 | Zig:22   | Killed a juggernaut
300135 | Zig:22   | Noticed a juggernaut
300135 | Zig:22   | Noticed a juggernaut
300137 | Zig:22   | Noticed a juggernaut
300138 | Zig:22   | Noticed a juggernaut
300139 | Zig:22   | Killed a juggernaut
300140 | Zig:22   | Noticed a juggernaut
300140 | Zig:22   | Noticed a juggernaut
300140 | Zig:22   | Noticed a juggernaut
300140 | Zig:22   | Killed a juggernaut
300140 | Zig:22   | Killed a juggernaut
300140 | Zig:22   | Killed a juggernaut
300140 | Zig:22   | Killed a juggernaut
300140 | Zig:22   | Killed a juggernaut
300140 | Zig:22   | Killed a juggernaut
300140 | Zig:22   | Killed a juggernaut
300140 | Zig:22   | Killed a juggernaut
300141 | Zig:22   | Noticed a juggernaut
300141 | Zig:22   | Noticed a juggernaut
300141 | Zig:22   | Noticed a juggernaut
300141 | Zig:22   | Noticed a juggernaut
300141 | Zig:22   | Noticed a juggernaut
300141 | Zig:22   | Noticed a juggernaut
300141 | Zig:22   | Noticed a juggernaut
300141 | Zig:22   | Noticed a juggernaut
300142 | Zig:22   | Noticed a juggernaut
300142 | Zig:22   | Noticed a juggernaut
300144 | Zig:22   | Noticed a juggernaut
300145 | Zig:22   | Noticed a juggernaut
300146 | Zig:22   | Noticed a juggernaut
300146 | Zig:22   | Noticed a juggernaut
300146 | Zig:22   | Noticed a juggernaut
300147 | Zig:22   | Noticed a juggernaut
300147 | Zig:22   | Killed a juggernaut
300147 | Zig:22   | Killed a juggernaut
300147 | Zig:22   | Killed a juggernaut
300147 | Zig:22   | Killed a juggernaut
300147 | Zig:22   | Killed a juggernaut
300147 | Zig:22   | Killed a juggernaut
300147 | Zig:22   | Killed a juggernaut
300147 | Zig:22   | Killed a juggernaut
300147 | Zig:22   | Killed a juggernaut
300147 | Zig:22   | Killed a juggernaut
300147 | Zig:22   | Killed a juggernaut
300147 | Zig:22   | Killed a juggernaut
300147 | Zig:22   | Killed a juggernaut
300147 | Zig:22   | Killed a juggernaut
300147 | Zig:22   | Killed a juggernaut
300148 | Zig:22   | Noticed a juggernaut
300148 | Zig:22   | Noticed a juggernaut
300148 | Zig:22   | Noticed a juggernaut
300148 | Zig:22   | Noticed a juggernaut
300148 | Zig:22   | Noticed a juggernaut
300149 | Zig:22   | Noticed a juggernaut
300149 | Zig:22   | Noticed a juggernaut
300149 | Zig:22   | Killed a juggernaut
300149 | Zig:22   | Noticed a juggernaut
300153 | Zig:22   | Noticed a juggernaut
300154 | Zig:22   | Noticed a juggernaut
300154 | Zig:22   | Killed a juggernaut
300154 | Zig:22   | Killed a juggernaut
300154 | Zig:22   | Killed a juggernaut
300154 | Zig:22   | Killed a juggernaut
300154 | Zig:22   | Killed a juggernaut
300154 | Zig:22   | Killed a juggernaut
300154 | Zig:22   | Killed a juggernaut
300154 | Zig:22   | Killed a juggernaut
300154 | Zig:22   | Killed a juggernaut
300154 | Zig:22   | Killed a juggernaut
300154 | Zig:22   | Killed a juggernaut
300155 | Zig:22   | Noticed a juggernaut
300155 | Zig:22   | Noticed a juggernaut
300155 | Zig:22   | Noticed a juggernaut
300158 | Zig:22   | Noticed a juggernaut
300160 | Zig:22   | Noticed a juggernaut
300160 | Zig:22   | Noticed a juggernaut
300160 | Zig:22   | Noticed a juggernaut
300163 | Zig:22   | Killed a juggernaut
300163 | Zig:22   | Killed a juggernaut
300163 | Zig:22   | Killed a juggernaut
300163 | Zig:22   | Killed a juggernaut
300163 | Zig:22   | Killed a juggernaut
300163 | Zig:22   | Killed a juggernaut
300163 | Zig:22   | Killed a juggernaut
300163 | Zig:22   | Killed a juggernaut
300163 | Zig:22   | Killed a juggernaut
300164 | Zig:22   | Noticed a juggernaut
300164 | Zig:22   | Noticed a juggernaut
300164 | Zig:22   | Noticed a juggernaut
300165 | Zig:22   | Noticed a juggernaut
300165 | Zig:22   | Noticed a juggernaut
300165 | Zig:22   | Noticed a juggernaut
300165 | Zig:22   | Noticed a juggernaut
300167 | Zig:22   | Noticed a juggernaut
300167 | Zig:22   | Noticed a juggernaut
300168 | Zig:22   | Noticed a juggernaut
300168 | Zig:22   | Noticed a juggernaut
300172 | Zig:22   | Noticed a juggernaut
300174 | Zig:22   | Noticed a juggernaut
300175 | Zig:22   | Killed a juggernaut
300175 | Zig:22   | Killed a juggernaut
300175 | Zig:22   | Killed a juggernaut
300175 | Zig:22   | Killed a juggernaut
300175 | Zig:22   | Killed a juggernaut
300175 | Zig:22   | Killed a juggernaut
300175 | Zig:22   | Killed a juggernaut
300175 | Zig:22   | Killed a juggernaut
300175 | Zig:22   | Killed a juggernaut
300175 | Zig:22   | Killed a juggernaut
300175 | Zig:22   | Killed a juggernaut
300175 | Zig:22   | Killed a juggernaut
300176 | Zig:22   | Noticed a juggernaut
300176 | Zig:22   | Noticed a juggernaut
300176 | Zig:22   | Noticed a juggernaut
300177 | Zig:22   | Noticed a juggernaut
300179 | Zig:22   | Noticed a juggernaut
300179 | Zig:22   | Noticed a juggernaut
300182 | Zig:22   | Killed a juggernaut
300182 | Zig:22   | Killed a juggernaut
300182 | Zig:22   | Killed a juggernaut
300182 | Zig:22   | Killed a juggernaut
300182 | Zig:22   | Killed a juggernaut
300182 | Zig:22   | Killed a juggernaut
300183 | Zig:22   | Noticed a juggernaut
300183 | Zig:22   | Noticed a juggernaut
300184 | Zig:22   | Noticed a juggernaut
300188 | Zig:22   | Noticed a juggernaut
300188 | Zig:22   | Noticed a juggernaut
300188 | Zig:22   | Noticed a juggernaut
300188 | Zig:22   | Noticed a juggernaut
300188 | Zig:22   | Noticed a juggernaut
300191 | Zig:22   | Noticed a juggernaut
300193 | Zig:22   | Noticed a juggernaut
300193 | Zig:22   | Killed a juggernaut
300193 | Zig:22   | Killed a juggernaut
300193 | Zig:22   | Killed a juggernaut
300193 | Zig:22   | Killed a juggernaut
300193 | Zig:22   | Killed a juggernaut
300193 | Zig:22   | Killed a juggernaut
300193 | Zig:22   | Killed a juggernaut
300193 | Zig:22   | Killed a juggernaut
300193 | Zig:22   | Killed a juggernaut
300194 | Zig:22   | Noticed a juggernaut
300201 | Zig:22   | Killed a juggernaut
300201 | Zig:22   | Killed a juggernaut
300201 | Zig:22   | Killed a juggernaut
300207 | Zig:22   | Noticed a juggernaut
300214 | Zig:22   | Killed a juggernaut
300248 | Zig:22   | Got a coiled gossamer ring
300250 | Zig:22   | Identified the ring of the Thistle {rC- rN+ Str+6 Slay+3} (You found it on level 22 of a ziggurat)
300285 | Zig:22   | Got a fine brass ring
300286 | Zig:22   | Identified the ring of Afunu {rCorr +Blink Str+3 Dex-3 SInv} (You found it on level 22 of a ziggurat)
300628 | Zig:22   | Identified the +6 broad axe of the Eggplant {flame, rElec rPois Str-4 Stlth+} (You found it on level 22 of a ziggurat)
300672 | Zig:23   | Entered Level 23 of a ziggurat
300675 | Zig:23   | Noticed a juggernaut
300676 | Zig:23   | Noticed a juggernaut
300676 | Zig:23   | Noticed a juggernaut
300676 | Zig:23   | Noticed a juggernaut
300676 | Zig:23   | Noticed a juggernaut
300677 | Zig:23   | Noticed a juggernaut
300677 | Zig:23   | Noticed a juggernaut
300677 | Zig:23   | Noticed a juggernaut
300678 | Zig:23   | Noticed a juggernaut
300680 | Zig:23   | Noticed a juggernaut
300681 | Zig:23   | Noticed a juggernaut
300682 | Zig:23   | Noticed a juggernaut
300682 | Zig:23   | Noticed a juggernaut
300682 | Zig:23   | Noticed a juggernaut
300683 | Zig:23   | Noticed a juggernaut
300683 | Zig:23   | Noticed a juggernaut
300683 | Zig:23   | Noticed a juggernaut
300684 | Zig:23   | Killed a juggernaut
300684 | Zig:23   | Killed a juggernaut
300684 | Zig:23   | Killed a juggernaut
300684 | Zig:23   | Killed a juggernaut
300684 | Zig:23   | Killed a juggernaut
300684 | Zig:23   | Killed a juggernaut
300684 | Zig:23   | Killed a juggernaut
300684 | Zig:23   | Killed a juggernaut
300684 | Zig:23   | Killed a juggernaut
300684 | Zig:23   | Killed a juggernaut
300684 | Zig:23   | Killed a juggernaut
300684 | Zig:23   | Killed a juggernaut
300684 | Zig:23   | Killed a juggernaut
300684 | Zig:23   | Killed a juggernaut
300685 | Zig:23   | Noticed a juggernaut
300685 | Zig:23   | Noticed a juggernaut
300685 | Zig:23   | Noticed a juggernaut
300685 | Zig:23   | Noticed a juggernaut
300685 | Zig:23   | Noticed a juggernaut
300687 | Zig:23   | Noticed a juggernaut
300687 | Zig:23   | Noticed a juggernaut
300687 | Zig:23   | Noticed a juggernaut
300688 | Zig:23   | Noticed a juggernaut
300689 | Zig:23   | Noticed a juggernaut
300689 | Zig:23   | Killed a juggernaut
300689 | Zig:23   | Killed a juggernaut
300689 | Zig:23   | Killed a juggernaut
300689 | Zig:23   | Killed a juggernaut
300690 | Zig:23   | Noticed a juggernaut
300690 | Zig:23   | Noticed a juggernaut
300690 | Zig:23   | Noticed a juggernaut
300690 | Zig:23   | Noticed a juggernaut
300691 | Zig:23   | Killed a juggernaut
300691 | Zig:23   | Killed a juggernaut
300691 | Zig:23   | Killed a juggernaut
300691 | Zig:23   | Killed a juggernaut
300691 | Zig:23   | Killed a juggernaut
300691 | Zig:23   | Killed a juggernaut
300692 | Zig:23   | Noticed a juggernaut
300692 | Zig:23   | Noticed a juggernaut
300692 | Zig:23   | Noticed a juggernaut
300692 | Zig:23   | Noticed a juggernaut
300693 | Zig:23   | Noticed a juggernaut
300693 | Zig:23   | Noticed a juggernaut
300694 | Zig:23   | Noticed a juggernaut
300694 | Zig:23   | Noticed a juggernaut
300694 | Zig:23   | Noticed a juggernaut
300694 | Zig:23   | Killed a juggernaut
300694 | Zig:23   | Killed a juggernaut
300694 | Zig:23   | Killed a juggernaut
300694 | Zig:23   | Killed a juggernaut
300694 | Zig:23   | Killed a juggernaut
300694 | Zig:23   | Killed a juggernaut
300694 | Zig:23   | Killed a juggernaut
300694 | Zig:23   | Killed a juggernaut
300694 | Zig:23   | Killed a juggernaut
300694 | Zig:23   | Killed a juggernaut
300695 | Zig:23   | Noticed a juggernaut
300695 | Zig:23   | Noticed a juggernaut
300695 | Zig:23   | Noticed a juggernaut
300695 | Zig:23   | Noticed a juggernaut
300696 | Zig:23   | Noticed a juggernaut
300697 | Zig:23   | Noticed a juggernaut
300698 | Zig:23   | Noticed a juggernaut
300699 | Zig:23   | Noticed a juggernaut
300699 | Zig:23   | Noticed a juggernaut
300699 | Zig:23   | Killed a juggernaut
300704 | Zig:23   | Killed a juggernaut
300704 | Zig:23   | Killed a juggernaut
300704 | Zig:23   | Killed a juggernaut
300704 | Zig:23   | Killed a juggernaut
300704 | Zig:23   | Killed a juggernaut
300704 | Zig:23   | Killed a juggernaut
300704 | Zig:23   | Killed a juggernaut
300704 | Zig:23   | Killed a juggernaut
300704 | Zig:23   | Killed a juggernaut
300705 | Zig:23   | Noticed a juggernaut
300705 | Zig:23   | Noticed a juggernaut
300705 | Zig:23   | Noticed a juggernaut
300706 | Zig:23   | Noticed a juggernaut
300708 | Zig:23   | Noticed a juggernaut
300708 | Zig:23   | Noticed a juggernaut
300708 | Zig:23   | Noticed a juggernaut
300709 | Zig:23   | Noticed a juggernaut
300711 | Zig:23   | Killed a juggernaut
300711 | Zig:23   | Killed a juggernaut
300711 | Zig:23   | Killed a juggernaut
300711 | Zig:23   | Killed a juggernaut
300711 | Zig:23   | Killed a juggernaut
300712 | Zig:23   | Noticed a juggernaut
300712 | Zig:23   | Noticed a juggernaut
300712 | Zig:23   | Noticed a juggernaut
300713 | Zig:23   | Noticed a juggernaut
300714 | Zig:23   | Noticed a juggernaut
300715 | Zig:23   | Killed a juggernaut
300715 | Zig:23   | Killed a juggernaut
300715 | Zig:23   | Killed a juggernaut
300715 | Zig:23   | Killed a juggernaut
300715 | Zig:23   | Killed a juggernaut
300715 | Zig:23   | Killed a juggernaut
300715 | Zig:23   | Killed a juggernaut
300715 | Zig:23   | Killed a juggernaut
300715 | Zig:23   | Killed a juggernaut
300715 | Zig:23   | Killed a juggernaut
300715 | Zig:23   | Killed a juggernaut
300715 | Zig:23   | Killed a juggernaut
300715 | Zig:23   | Killed a juggernaut
300716 | Zig:23   | Noticed a juggernaut
300716 | Zig:23   | Noticed a juggernaut
300716 | Zig:23   | Noticed a juggernaut
300716 | Zig:23   | Noticed a juggernaut
300716 | Zig:23   | Noticed a juggernaut
300716 | Zig:23   | Noticed a juggernaut
300716 | Zig:23   | Noticed a juggernaut
300718 | Zig:23   | Noticed a juggernaut
300718 | Zig:23   | Noticed a juggernaut
300718 | Zig:23   | Noticed a juggernaut
300719 | Zig:23   | Noticed a juggernaut
300719 | Zig:23   | Noticed a juggernaut
300719 | Zig:23   | Noticed a juggernaut
300719 | Zig:23   | Noticed a juggernaut
300719 | Zig:23   | Noticed a juggernaut
300719 | Zig:23   | Noticed a juggernaut
300719 | Zig:23   | Noticed a juggernaut
300720 | Zig:23   | Noticed a juggernaut
300720 | Zig:23   | Noticed a juggernaut
300720 | Zig:23   | Noticed a juggernaut
300720 | Zig:23   | Noticed a juggernaut
300721 | Zig:23   | Noticed a juggernaut
300721 | Zig:23   | Noticed a juggernaut
300722 | Zig:23   | Noticed a juggernaut
300723 | Zig:23   | Noticed a juggernaut
300729 | Zig:23   | Killed a juggernaut
300729 | Zig:23   | Killed a juggernaut
300729 | Zig:23   | Killed a juggernaut
300729 | Zig:23   | Killed a juggernaut
300729 | Zig:23   | Killed a juggernaut
300729 | Zig:23   | Killed a juggernaut
300729 | Zig:23   | Killed a juggernaut
300729 | Zig:23   | Killed a juggernaut
300729 | Zig:23   | Killed a juggernaut
300729 | Zig:23   | Killed a juggernaut
300729 | Zig:23   | Killed a juggernaut
300729 | Zig:23   | Killed a juggernaut
300729 | Zig:23   | Killed a juggernaut
300729 | Zig:23   | Killed a juggernaut
300729 | Zig:23   | Killed a juggernaut
300729 | Zig:23   | Killed a juggernaut
300729 | Zig:23   | Killed a juggernaut
300729 | Zig:23   | Killed a juggernaut
300729 | Zig:23   | Killed a juggernaut
300729 | Zig:23   | Killed a juggernaut
300729 | Zig:23   | Killed a juggernaut
300729 | Zig:23   | Killed a juggernaut
300729 | Zig:23   | Killed a juggernaut
300730 | Zig:23   | Noticed a juggernaut
300730 | Zig:23   | Noticed a juggernaut
300730 | Zig:23   | Noticed a juggernaut
300730 | Zig:23   | Noticed a juggernaut
300730 | Zig:23   | Noticed a juggernaut
300730 | Zig:23   | Noticed a juggernaut
300731 | Zig:23   | Noticed a juggernaut
300732 | Zig:23   | Noticed a juggernaut
300732 | Zig:23   | Noticed a juggernaut
300732 | Zig:23   | Killed a juggernaut
300733 | Zig:23   | Noticed a juggernaut
300733 | Zig:23   | Noticed a juggernaut
300733 | Zig:23   | Noticed a juggernaut
300734 | Zig:23   | Noticed a juggernaut
300735 | Zig:23   | Killed a juggernaut
300735 | Zig:23   | Killed a juggernaut
300735 | Zig:23   | Killed a juggernaut
300735 | Zig:23   | Killed a juggernaut
300735 | Zig:23   | Killed a juggernaut
300735 | Zig:23   | Killed a juggernaut
300735 | Zig:23   | Killed a juggernaut
300735 | Zig:23   | Killed a juggernaut
300735 | Zig:23   | Killed a juggernaut
300735 | Zig:23   | Killed a juggernaut
300735 | Zig:23   | Killed a juggernaut
300736 | Zig:23   | Noticed a juggernaut
300736 | Zig:23   | Noticed a juggernaut
300736 | Zig:23   | Noticed a juggernaut
300737 | Zig:23   | Noticed a juggernaut
300737 | Zig:23   | Noticed a juggernaut
300738 | Zig:23   | Noticed a juggernaut
300739 | Zig:23   | Killed a juggernaut
300741 | Zig:23   | Noticed a juggernaut
300741 | Zig:23   | Noticed a juggernaut
300745 | Zig:23   | Killed a juggernaut
300745 | Zig:23   | Killed a juggernaut
300745 | Zig:23   | Killed a juggernaut
300745 | Zig:23   | Killed a juggernaut
300745 | Zig:23   | Killed a juggernaut
300745 | Zig:23   | Killed a juggernaut
300745 | Zig:23   | Killed a juggernaut
300745 | Zig:23   | Killed a juggernaut
300745 | Zig:23   | Killed a juggernaut
300746 | Zig:23   | Noticed a juggernaut
300746 | Zig:23   | Noticed a juggernaut
300746 | Zig:23   | Noticed a juggernaut
300746 | Zig:23   | Noticed a juggernaut
300746 | Zig:23   | Noticed a juggernaut
300746 | Zig:23   | Noticed a juggernaut
300747 | Zig:23   | Noticed a juggernaut
300749 | Zig:23   | Killed a juggernaut
300750 | Zig:23   | Noticed a juggernaut
300752 | Zig:23   | Killed a juggernaut
300755 | Zig:23   | Killed a juggernaut
300755 | Zig:23   | Killed a juggernaut
300755 | Zig:23   | Killed a juggernaut
300755 | Zig:23   | Killed a juggernaut
300755 | Zig:23   | Killed a juggernaut
300755 | Zig:23   | Killed a juggernaut
300755 | Zig:23   | Killed a juggernaut
300756 | Zig:23   | Noticed a juggernaut
300756 | Zig:23   | Noticed a juggernaut
300760 | Zig:23   | Noticed a juggernaut
300762 | Zig:23   | Noticed a juggernaut
300763 | Zig:23   | Noticed a juggernaut
300765 | Zig:23   | Killed a juggernaut
300765 | Zig:23   | Killed a juggernaut
300765 | Zig:23   | Killed a juggernaut
300765 | Zig:23   | Killed a juggernaut
300773 | Zig:23   | Killed a juggernaut
300774 | Zig:23   | Noticed a juggernaut
300782 | Zig:23   | Killed a juggernaut
300838 | Zig:23   | Got a clouded golden ring
300840 | Zig:23   | Identified the ring "Yzxoituo" {EV+2 Int+3 Slay+2} (You found it on level 23 of a ziggurat)
301171 | Zig:24   | Entered Level 24 of a ziggurat
301175 | Zig:24   | Noticed an ancient lich
301175 | Zig:24   | Noticed an ancient lich
301176 | Zig:24   | Noticed an ancient lich
301176 | Zig:24   | Noticed an ancient lich
301177 | Zig:24   | Noticed an ancient lich
301177 | Zig:24   | Killed an ancient lich
301177 | Zig:24   | Killed an ancient lich
301177 | Zig:24   | Killed an ancient lich
301178 | Zig:24   | Noticed an ancient lich
301178 | Zig:24   | Noticed an ancient lich
301179 | Zig:24   | Noticed an ancient lich
301180 | Zig:24   | Killed an ancient lich
301180 | Zig:24   | Killed an ancient lich
301180 | Zig:24   | Killed an ancient lich
301180 | Zig:24   | Killed an ancient lich
301181 | Zig:24   | Noticed an ancient lich
301181 | Zig:24   | Noticed an ancient lich
301182 | Zig:24   | Noticed an ancient lich
301182 | Zig:24   | Noticed an ancient lich
301182 | Zig:24   | Noticed an ancient lich
301182 | Zig:24   | Noticed an ancient lich
301182 | Zig:24   | Noticed an ancient lich
301182 | Zig:24   | Noticed an ancient lich
301182 | Zig:24   | Killed an ancient lich
301183 | Zig:24   | Noticed an ancient lich
301183 | Zig:24   | Noticed an ancient lich
301183 | Zig:24   | Noticed an ancient lich
301183 | Zig:24   | Noticed an ancient lich
301183 | Zig:24   | Killed an ancient lich
301184 | Zig:24   | Noticed an ancient lich
301184 | Zig:24   | Noticed an ancient lich
301184 | Zig:24   | Noticed an ancient lich
301185 | Zig:24   | Noticed an ancient lich
301185 | Zig:24   | Noticed an ancient lich
301185 | Zig:24   | Noticed an ancient lich
301185 | Zig:24   | Noticed an ancient lich
301186 | Zig:24   | Noticed an ancient lich
301186 | Zig:24   | Noticed an ancient lich
301186 | Zig:24   | Noticed an ancient lich
301186 | Zig:24   | Noticed an ancient lich
301186 | Zig:24   | Noticed an ancient lich
301187 | Zig:24   | Noticed an ancient lich
301188 | Zig:24   | Killed an ancient lich
301188 | Zig:24   | Killed an ancient lich
301188 | Zig:24   | Killed an ancient lich
301188 | Zig:24   | Killed an ancient lich
301188 | Zig:24   | Killed an ancient lich
301188 | Zig:24   | Killed an ancient lich
301188 | Zig:24   | Killed an ancient lich
301188 | Zig:24   | Killed an ancient lich
301188 | Zig:24   | Killed an ancient lich
301188 | Zig:24   | Killed an ancient lich
301188 | Zig:24   | Killed an ancient lich
301188 | Zig:24   | Killed an ancient lich
301188 | Zig:24   | Killed an ancient lich
301188 | Zig:24   | Killed an ancient lich
301188 | Zig:24   | Killed an ancient lich
301189 | Zig:24   | Noticed an ancient lich
301189 | Zig:24   | Noticed an ancient lich
301189 | Zig:24   | Killed an ancient lich
301189 | Zig:24   | Killed an ancient lich
301190 | Zig:24   | Noticed an ancient lich
301190 | Zig:24   | Noticed an ancient lich
301190 | Zig:24   | Killed an ancient lich
301190 | Zig:24   | Killed an ancient lich
301190 | Zig:24   | Killed an ancient lich
301190 | Zig:24   | Killed an ancient lich
301190 | Zig:24   | Killed an ancient lich
301190 | Zig:24   | Killed an ancient lich
301191 | Zig:24   | Noticed an ancient lich
301191 | Zig:24   | Noticed an ancient lich
301191 | Zig:24   | Noticed an ancient lich
301191 | Zig:24   | Noticed an ancient lich
301191 | Zig:24   | Noticed an ancient lich
301191 | Zig:24   | Noticed an ancient lich
301191 | Zig:24   | Noticed an ancient lich
301191 | Zig:24   | Noticed an ancient lich
301192 | Zig:24   | Noticed an ancient lich
301192 | Zig:24   | Noticed an ancient lich
301192 | Zig:24   | Noticed an ancient lich
301192 | Zig:24   | Noticed an ancient lich
301192 | Zig:24   | Killed an ancient lich
301192 | Zig:24   | Killed an ancient lich
301193 | Zig:24   | Noticed an ancient lich
301193 | Zig:24   | Noticed an ancient lich
301193 | Zig:24   | Noticed an ancient lich
301193 | Zig:24   | Noticed an ancient lich
301193 | Zig:24   | Noticed an ancient lich
301193 | Zig:24   | Killed an ancient lich
301193 | Zig:24   | Killed an ancient lich
301194 | Zig:24   | Noticed an ancient lich
301194 | Zig:24   | Noticed an ancient lich
301194 | Zig:24   | Noticed an ancient lich
301195 | Zig:24   | Noticed an ancient lich
301195 | Zig:24   | Noticed an ancient lich
301195 | Zig:24   | Killed an ancient lich
301195 | Zig:24   | Killed an ancient lich
301195 | Zig:24   | Killed an ancient lich
301195 | Zig:24   | Killed an ancient lich
301195 | Zig:24   | Killed an ancient lich
301195 | Zig:24   | Killed an ancient lich
301195 | Zig:24   | Killed an ancient lich
301195 | Zig:24   | Killed an ancient lich
301195 | Zig:24   | Killed an ancient lich
301195 | Zig:24   | Killed an ancient lich
301195 | Zig:24   | Killed an ancient lich
301195 | Zig:24   | Killed an ancient lich
301195 | Zig:24   | Killed an ancient lich
301195 | Zig:24   | Killed an ancient lich
301195 | Zig:24   | Killed an ancient lich
301195 | Zig:24   | Killed an ancient lich
301195 | Zig:24   | Killed an ancient lich
301195 | Zig:24   | Killed an ancient lich
301195 | Zig:24   | Killed an ancient lich
301196 | Zig:24   | Noticed an ancient lich
301196 | Zig:24   | Noticed an ancient lich
301198 | Zig:24   | Noticed an ancient lich
301198 | Zig:24   | Killed an ancient lich
301199 | Zig:24   | Noticed an ancient lich
301199 | Zig:24   | Killed an ancient lich
301199 | Zig:24   | Killed an ancient lich
301199 | Zig:24   | Killed an ancient lich
301200 | Zig:24   | Killed an ancient lich
301200 | Zig:24   | Noticed an ancient lich
301200 | Zig:24   | Noticed an ancient lich
301200 | Zig:24   | Noticed an ancient lich
301200 | Zig:24   | Noticed an ancient lich
301200 | Zig:24   | Noticed an ancient lich
301200 | Zig:24   | Noticed an ancient lich
301200 | Zig:24   | Noticed an ancient lich
301201 | Zig:24   | Noticed an ancient lich
301202 | Zig:24   | Noticed an ancient lich
301202 | Zig:24   | Noticed an ancient lich
301203 | Zig:24   | Noticed an ancient lich
301203 | Zig:24   | Noticed an ancient lich
301203 | Zig:24   | Noticed an ancient lich
301203 | Zig:24   | Noticed an ancient lich
301203 | Zig:24   | Noticed an ancient lich
301203 | Zig:24   | Noticed an ancient lich
301203 | Zig:24   | Noticed an ancient lich
301203 | Zig:24   | Killed an ancient lich
301204 | Zig:24   | Noticed an ancient lich
301205 | Zig:24   | Noticed an ancient lich
301205 | Zig:24   | Noticed an ancient lich
301205 | Zig:24   | Noticed an ancient lich
301206 | Zig:24   | Noticed an ancient lich
301206 | Zig:24   | Killed an ancient lich
301206 | Zig:24   | Killed an ancient lich
301206 | Zig:24   | Killed an ancient lich
301206 | Zig:24   | Killed an ancient lich
301206 | Zig:24   | Killed an ancient lich
301206 | Zig:24   | Killed an ancient lich
301206 | Zig:24   | Killed an ancient lich
301206 | Zig:24   | Killed an ancient lich
301206 | Zig:24   | Killed an ancient lich
301206 | Zig:24   | Killed an ancient lich
301206 | Zig:24   | Killed an ancient lich
301207 | Zig:24   | Noticed an ancient lich
301207 | Zig:24   | Killed an ancient lich
301207 | Zig:24   | Killed an ancient lich
301207 | Zig:24   | Killed an ancient lich
301207 | Zig:24   | Killed an ancient lich
301207 | Zig:24   | Killed an ancient lich
301207 | Zig:24   | Killed an ancient lich
301207 | Zig:24   | Killed an ancient lich
301207 | Zig:24   | Killed an ancient lich
301207 | Zig:24   | Killed an ancient lich
301207 | Zig:24   | Killed an ancient lich
301208 | Zig:24   | Noticed an ancient lich
301208 | Zig:24   | Noticed an ancient lich
301209 | Zig:24   | Noticed an ancient lich
301210 | Zig:24   | Noticed an ancient lich
301210 | Zig:24   | Noticed an ancient lich
301210 | Zig:24   | Killed an ancient lich
301211 | Zig:24   | Noticed an ancient lich
301211 | Zig:24   | Killed an ancient lich
301211 | Zig:24   | Killed an ancient lich
301212 | Zig:24   | Noticed an ancient lich
301212 | Zig:24   | Noticed an ancient lich
301212 | Zig:24   | Killed an ancient lich
301213 | Zig:24   | Noticed an ancient lich
301213 | Zig:24   | Noticed an ancient lich
301213 | Zig:24   | Killed an ancient lich
301214 | Zig:24   | Noticed an ancient lich
301214 | Zig:24   | Noticed an ancient lich
301214 | Zig:24   | Noticed an ancient lich
301214 | Zig:24   | Noticed an ancient lich
301214 | Zig:24   | Killed an ancient lich
301214 | Zig:24   | Killed an ancient lich
301215 | Zig:24   | Killed an ancient lich
301215 | Zig:24   | Killed an ancient lich
301215 | Zig:24   | Killed an ancient lich
301215 | Zig:24   | Killed an ancient lich
301215 | Zig:24   | Killed an ancient lich
301215 | Zig:24   | Killed an ancient lich
301216 | Zig:24   | Noticed an ancient lich
301216 | Zig:24   | Noticed an ancient lich
301217 | Zig:24   | Killed an ancient lich
301217 | Zig:24   | Killed an ancient lich
301217 | Zig:24   | Killed an ancient lich
301217 | Zig:24   | Killed an ancient lich
301217 | Zig:24   | Killed an ancient lich
301217 | Zig:24   | Killed an ancient lich
301217 | Zig:24   | Killed an ancient lich
301388 | Zig:24   | Got a sparkling granite ring
301390 | Zig:24   | Identified the ring "Cucs" {rCorr rF+ rC+ Int-5} (You found it on level 24 of a ziggurat)
301415 | Zig:24   | Got a serpentine iron ring
301416 | Zig:24   | Identified the ring "Kuunk" {rN+ MR+ Stlth+} (You found it on level 24 of a ziggurat)
301564 | Zig:24   | Identified Korop's Compendium of Shifting Creation
301580 | Zig:25   | Entered Level 25 of a ziggurat
301877 | Zig:25   | Identified the Guide on Bewitchment
301884 | Zig:25   | Got a smoking lead ring
301886 | Zig:25   | Identified the ring of Idealism {*Tele rF+ Dex+4} (You found it on level 25 of a ziggurat)
301891 | Zig:25   | Identified the cursed -2 pair of boots of Responsibility {rC++} (You found it on level 25 of a ziggurat)
301893 | Zig:25   | Identified the +0 pearl dragon scales "Rutow" {rC+ rN+} (You found it on level 25 of a ziggurat)
301900 | Zig:25   | Got a wavering turquoise ring
301901 | Zig:25   | Identified the ring of Propriety {*Drain rF+ Int+4 Stlth+} (You found it on level 25 of a ziggurat)
301906 | Zig:25   | Got a twitching copper amulet
301907 | Zig:25   | Identified the amulet of Crawling {Faith rElec Str+7 Int+2 Dex-2} (You found it on level 25 of a ziggurat)
301913 | Zig:25   | Got a translucent golden ring
301914 | Zig:25   | Identified the ring of Wamum {MR- MP+9 Str+10 Int+9 Dex-5} (You found it on level 25 of a ziggurat)
301925 | Zig:25   | Got a sparkling marble ring
301926 | Zig:25   | Identified the ring "Hiduli" {-Tele +Inv rF+++ Dex+4 SInv} (You found it on level 25 of a ziggurat)
301964 | Zig:25   | Got a glittering brass ring
301965 | Zig:25   | Identified the ring of Simulirabe {+Inv Dex+3} (You found it on level 25 of a ziggurat)
302212 | Zig:25   | Identified the +12 crystal plate armour of the Crown {SInv} (You found it on level 25 of a ziggurat)
302257 | Zig:26   | Entered Level 26 of a ziggurat
302265 | Zig:26   | Noticed a greater mummy
302265 | Zig:26   | Noticed a greater mummy
302266 | Zig:26   | Noticed a greater mummy
302266 | Zig:26   | Noticed a greater mummy
302266 | Zig:26   | Noticed a greater mummy
302267 | Zig:26   | Noticed a greater mummy
302267 | Zig:26   | Noticed a greater mummy
302267 | Zig:26   | Noticed a greater mummy
302268 | Zig:26   | Noticed a greater mummy
302269 | Zig:26   | Noticed a greater mummy
302269 | Zig:26   | Noticed a greater mummy
302269 | Zig:26   | Noticed a greater mummy
302269 | Zig:26   | Noticed a greater mummy
302269 | Zig:26   | Killed a greater mummy
302269 | Zig:26   | Killed a greater mummy
302270 | Zig:26   | Noticed a greater mummy
302270 | Zig:26   | Noticed a greater mummy
302270 | Zig:26   | Noticed a greater mummy
302270 | Zig:26   | Killed a greater mummy
302270 | Zig:26   | Killed a greater mummy
302270 | Zig:26   | Killed a greater mummy
302270 | Zig:26   | Killed a greater mummy
302271 | Zig:26   | Noticed a greater mummy
302271 | Zig:26   | Killed a greater mummy
302272 | Zig:26   | Noticed a greater mummy
302272 | Zig:26   | Noticed a greater mummy
302272 | Zig:26   | Noticed a greater mummy
302272 | Zig:26   | Noticed a greater mummy
302272 | Zig:26   | Killed a greater mummy
302272 | Zig:26   | Killed a greater mummy
302273 | Zig:26   | Noticed a greater mummy
302273 | Zig:26   | Noticed a greater mummy
302273 | Zig:26   | Noticed a greater mummy
302273 | Zig:26   | Noticed a greater mummy
302273 | Zig:26   | Noticed a greater mummy
302273 | Zig:26   | Noticed a greater mummy
302273 | Zig:26   | Noticed a greater mummy
302273 | Zig:26   | Killed a greater mummy
302274 | Zig:26   | Noticed a greater mummy
302274 | Zig:26   | Noticed a greater mummy
302274 | Zig:26   | Noticed a greater mummy
302274 | Zig:26   | Noticed a greater mummy
302274 | Zig:26   | Noticed a greater mummy
302274 | Zig:26   | Noticed a greater mummy
302275 | Zig:26   | Noticed a greater mummy
302275 | Zig:26   | Killed a greater mummy
302275 | Zig:26   | Killed a greater mummy
302275 | Zig:26   | Killed a greater mummy
302275 | Zig:26   | Killed a greater mummy
302275 | Zig:26   | Killed a greater mummy
302275 | Zig:26   | Killed a greater mummy
302275 | Zig:26   | Killed a greater mummy
302275 | Zig:26   | Killed a greater mummy
302275 | Zig:26   | Killed a greater mummy
302276 | Zig:26   | Noticed a greater mummy
302276 | Zig:26   | Noticed a greater mummy
302276 | Zig:26   | Noticed a greater mummy
302276 | Zig:26   | Noticed a greater mummy
302277 | Zig:26   | Noticed a greater mummy
302277 | Zig:26   | Noticed a greater mummy
302277 | Zig:26   | Killed a greater mummy
302277 | Zig:26   | Killed a greater mummy
302278 | Zig:26   | Killed a greater mummy
302278 | Zig:26   | Killed a greater mummy
302278 | Zig:26   | Killed a greater mummy
302278 | Zig:26   | Killed a greater mummy
302278 | Zig:26   | Killed a greater mummy
302278 | Zig:26   | Killed a greater mummy
302278 | Zig:26   | Killed a greater mummy
302278 | Zig:26   | Killed a greater mummy
302278 | Zig:26   | Killed a greater mummy
302278 | Zig:26   | Killed a greater mummy
302279 | Zig:26   | Noticed a greater mummy
302279 | Zig:26   | Noticed a greater mummy
302279 | Zig:26   | Noticed a greater mummy
302279 | Zig:26   | Noticed a greater mummy
302279 | Zig:26   | Noticed a greater mummy
302279 | Zig:26   | Killed a greater mummy
302279 | Zig:26   | Killed a greater mummy
302279 | Zig:26   | Killed a greater mummy
302279 | Zig:26   | Killed a greater mummy
302279 | Zig:26   | Killed a greater mummy
302279 | Zig:26   | Killed a greater mummy
302279 | Zig:26   | Killed a greater mummy
302279 | Zig:26   | Killed a greater mummy
302280 | Zig:26   | Noticed a greater mummy
302280 | Zig:26   | Noticed a greater mummy
302280 | Zig:26   | Noticed a greater mummy
302280 | Zig:26   | Noticed a greater mummy
302280 | Zig:26   | Noticed a greater mummy
302280 | Zig:26   | Noticed a greater mummy
302280 | Zig:26   | Killed a greater mummy
302280 | Zig:26   | Killed a greater mummy
302280 | Zig:26   | Killed a greater mummy
302280 | Zig:26   | Killed a greater mummy
302280 | Zig:26   | Killed a greater mummy
302281 | Zig:26   | Noticed a greater mummy
302281 | Zig:26   | Noticed a greater mummy
302281 | Zig:26   | Noticed a greater mummy
302281 | Zig:26   | Noticed a greater mummy
302281 | Zig:26   | Noticed a greater mummy
302281 | Zig:26   | Noticed a greater mummy
302281 | Zig:26   | Noticed a greater mummy
302281 | Zig:26   | Noticed a greater mummy
302282 | Zig:26   | Noticed a greater mummy
302282 | Zig:26   | Noticed a greater mummy
302282 | Zig:26   | Noticed a greater mummy
302282 | Zig:26   | Noticed a greater mummy
302285 | Zig:26   | Killed a greater mummy
302285 | Zig:26   | Killed a greater mummy
302286 | Zig:26   | Killed a greater mummy
302286 | Zig:26   | Killed a greater mummy
302286 | Zig:26   | Killed a greater mummy
302287 | Zig:26   | Noticed a greater mummy
302287 | Zig:26   | Noticed a greater mummy
302287 | Zig:26   | Noticed a greater mummy
302287 | Zig:26   | Noticed a greater mummy
302287 | Zig:26   | Killed a greater mummy
302287 | Zig:26   | Killed a greater mummy
302287 | Zig:26   | Killed a greater mummy
302287 | Zig:26   | Killed a greater mummy
302287 | Zig:26   | Killed a greater mummy
302287 | Zig:26   | Killed a greater mummy
302287 | Zig:26   | Killed a greater mummy
302288 | Zig:26   | Noticed a greater mummy
302288 | Zig:26   | Noticed a greater mummy
302288 | Zig:26   | Noticed a greater mummy
302288 | Zig:26   | Noticed a greater mummy
302288 | Zig:26   | Noticed a greater mummy
302288 | Zig:26   | Noticed a greater mummy
302288 | Zig:26   | Noticed a greater mummy
302288 | Zig:26   | Noticed a greater mummy
302288 | Zig:26   | Noticed a greater mummy
302288 | Zig:26   | Noticed a greater mummy
302289 | Zig:26   | Noticed a greater mummy
302289 | Zig:26   | Noticed a greater mummy
302289 | Zig:26   | Noticed a greater mummy
302289 | Zig:26   | Noticed a greater mummy
302290 | Zig:26   | Noticed a greater mummy
302290 | Zig:26   | Noticed a greater mummy
302290 | Zig:26   | Noticed a greater mummy
302290 | Zig:26   | Killed a greater mummy
302291 | Zig:26   | Noticed a greater mummy
302291 | Zig:26   | Killed a greater mummy
302291 | Zig:26   | Killed a greater mummy
302291 | Zig:26   | Killed a greater mummy
302291 | Zig:26   | Killed a greater mummy
302291 | Zig:26   | Killed a greater mummy
302291 | Zig:26   | Killed a greater mummy
302292 | Zig:26   | Noticed a greater mummy
302292 | Zig:26   | Killed a greater mummy
302292 | Zig:26   | Killed a greater mummy
302292 | Zig:26   | Killed a greater mummy
302292 | Zig:26   | Killed a greater mummy
302292 | Zig:26   | Killed a greater mummy
302292 | Zig:26   | Killed a greater mummy
302293 | Zig:26   | Noticed a greater mummy
302293 | Zig:26   | Noticed a greater mummy
302293 | Zig:26   | Noticed a greater mummy
302293 | Zig:26   | Noticed a greater mummy
302293 | Zig:26   | Noticed a greater mummy
302293 | Zig:26   | Noticed a greater mummy
302293 | Zig:26   | Noticed a greater mummy
302293 | Zig:26   | Killed a greater mummy
302293 | Zig:26   | Killed a greater mummy
302293 | Zig:26   | Killed a greater mummy
302293 | Zig:26   | Killed a greater mummy
302293 | Zig:26   | Killed a greater mummy
302293 | Zig:26   | Killed a greater mummy
302293 | Zig:26   | Killed a greater mummy
302293 | Zig:26   | Killed a greater mummy
302293 | Zig:26   | Killed a greater mummy
302293 | Zig:26   | Killed a greater mummy
302293 | Zig:26   | Killed a greater mummy
302293 | Zig:26   | Killed a greater mummy
302293 | Zig:26   | Killed a greater mummy
302293 | Zig:26   | Killed a greater mummy
302293 | Zig:26   | Killed a greater mummy
302293 | Zig:26   | Killed a greater mummy
302293 | Zig:26   | Killed a greater mummy
302293 | Zig:26   | Killed a greater mummy
302293 | Zig:26   | Killed a greater mummy
302294 | Zig:26   | Noticed a greater mummy
302294 | Zig:26   | Noticed a greater mummy
302294 | Zig:26   | Noticed a greater mummy
302294 | Zig:26   | Noticed a greater mummy
302294 | Zig:26   | Noticed a greater mummy
302294 | Zig:26   | Noticed a greater mummy
302295 | Zig:26   | Noticed a greater mummy
302295 | Zig:26   | Noticed a greater mummy
302295 | Zig:26   | Noticed a greater mummy
302295 | Zig:26   | Noticed a greater mummy
302295 | Zig:26   | Noticed a greater mummy
302295 | Zig:26   | Noticed a greater mummy
302295 | Zig:26   | Noticed a greater mummy
302295 | Zig:26   | Noticed a greater mummy
302295 | Zig:26   | Noticed a greater mummy
302295 | Zig:26   | Noticed a greater mummy
302296 | Zig:26   | Noticed a greater mummy
302296 | Zig:26   | Noticed a greater mummy
302296 | Zig:26   | Noticed a greater mummy
302297 | Zig:26   | Killed a greater mummy
302297 | Zig:26   | Killed a greater mummy
302297 | Zig:26   | Killed a greater mummy
302297 | Zig:26   | Killed a greater mummy
302298 | Zig:26   | Noticed a greater mummy
302298 | Zig:26   | Killed a greater mummy
302298 | Zig:26   | Killed a greater mummy
302298 | Zig:26   | Killed a greater mummy
302298 | Zig:26   | Killed a greater mummy
302298 | Zig:26   | Killed a greater mummy
302299 | Zig:26   | Noticed a greater mummy
302299 | Zig:26   | Noticed a greater mummy
302299 | Zig:26   | Noticed a greater mummy
302299 | Zig:26   | Killed a greater mummy
302299 | Zig:26   | Killed a greater mummy
302299 | Zig:26   | Killed a greater mummy
302299 | Zig:26   | Killed a greater mummy
302299 | Zig:26   | Killed a greater mummy
302299 | Zig:26   | Killed a greater mummy
302299 | Zig:26   | Killed a greater mummy
302299 | Zig:26   | Killed a greater mummy
302299 | Zig:26   | Killed a greater mummy
302299 | Zig:26   | Killed a greater mummy
302299 | Zig:26   | Killed a greater mummy
302299 | Zig:26   | Killed a greater mummy
302299 | Zig:26   | Killed a greater mummy
302299 | Zig:26   | Killed a greater mummy
302299 | Zig:26   | Killed a greater mummy
302299 | Zig:26   | Killed a greater mummy
302299 | Zig:26   | Killed a greater mummy
302300 | Zig:26   | Noticed a greater mummy
302301 | Zig:26   | Noticed a greater mummy
302302 | Zig:26   | Noticed a greater mummy
302302 | Zig:26   | Noticed a greater mummy
302302 | Zig:26   | Noticed a greater mummy
302302 | Zig:26   | Killed a greater mummy
302302 | Zig:26   | Killed a greater mummy
302303 | Zig:26   | Killed a greater mummy
302303 | Zig:26   | Killed a greater mummy
302304 | Zig:26   | Noticed a greater mummy
302304 | Zig:26   | Noticed a greater mummy
302304 | Zig:26   | Noticed a greater mummy
302304 | Zig:26   | Noticed a greater mummy
302304 | Zig:26   | Killed a greater mummy
302305 | Zig:26   | Noticed a greater mummy
302305 | Zig:26   | Noticed a greater mummy
302305 | Zig:26   | Noticed a greater mummy
302305 | Zig:26   | Killed a greater mummy
302305 | Zig:26   | Killed a greater mummy
302305 | Zig:26   | Killed a greater mummy
302306 | Zig:26   | Noticed a greater mummy
302306 | Zig:26   | Noticed a greater mummy
302306 | Zig:26   | Noticed a greater mummy
302306 | Zig:26   | Noticed a greater mummy
302307 | Zig:26   | Noticed a greater mummy
302307 | Zig:26   | Noticed a greater mummy
302309 | Zig:26   | Noticed a greater mummy
302309 | Zig:26   | Killed a greater mummy
302309 | Zig:26   | Killed a greater mummy
302309 | Zig:26   | Killed a greater mummy
302309 | Zig:26   | Killed a greater mummy
302309 | Zig:26   | Killed a greater mummy
302309 | Zig:26   | Killed a greater mummy
302309 | Zig:26   | Killed a greater mummy
302309 | Zig:26   | Killed a greater mummy
302310 | Zig:26   | Noticed a greater mummy
302310 | Zig:26   | Killed a greater mummy
302310 | Zig:26   | Killed a greater mummy
302310 | Zig:26   | Killed a greater mummy
302310 | Zig:26   | Killed a greater mummy
302311 | Zig:26   | Killed a greater mummy
302311 | Zig:26   | Killed a greater mummy
302315 | Zig:26   | Killed a greater mummy
302367 | Zig:26   | Got a scintillating garnet amulet
302368 | Zig:26   | Identified the amulet "Baogisaa" {+Rage Str+3 Slay+2 SInv} (You found it on level 26 of a ziggurat)
302511 | Zig:27   | Entered Level 27 of a ziggurat
302556 | Zig:27   | Paralysed by a floating eye for 2 turns
302559 | Zig:27   | Paralysed by a floating eye for 4 turns
302567 | Zig:27   | Paralysed by a floating eye for 2 turns
302615 | Zig:27   | Identified the +2 helmet of the Other World {Dex+2} (You found it on level 27 of a ziggurat)
302621 | Zig:27   | Got a brightly glowing wooden ring
302623 | Zig:27   | Identified the ring "Futsaf" {rC+ rN++ Int+6 Dex-5} (You found it on level 27 of a ziggurat)
302642 | Zig:27   | Got a bound bone ring
302643 | Zig:27   | Identified the ring "Ivel" {+Blink rN+ Str+2 Dex+4} (You found it on level 27 of a ziggurat)
302667 | Zig:27   | Got a brightly glowing pewter ring
302668 | Zig:27   | Identified the ring "Vyjipnaps" {rC+ Int+3 Slay+2 Stlth+} (You found it on level 27 of a ziggurat)
302906 | Zig:1    | Entered Level 1 of a ziggurat
302938 | Zig:2    | Entered Level 2 of a ziggurat
302938 | Zig:2    | Noticed a greater mummy
302938 | Zig:2    | Noticed a greater mummy
302938 | Zig:2    | Noticed a greater mummy
302938 | Zig:2    | Noticed a greater mummy
302941 | Zig:2    | Noticed a greater mummy
302941 | Zig:2    | Noticed a greater mummy
302941 | Zig:2    | Killed a greater mummy
302942 | Zig:2    | Killed a greater mummy
302942 | Zig:2    | Killed a greater mummy
302942 | Zig:2    | Killed a greater mummy
302944 | Zig:2    | Killed a greater mummy
302946 | Zig:2    | Killed a greater mummy
302976 | Zig:3    | Entered Level 3 of a ziggurat
303059 | Zig:4    | Entered Level 4 of a ziggurat
303083 | Zig:4    | Got a coiled pewter ring
303085 | Zig:4    | Identified the cursed ring "Olyegg" {EV-3 Dex+2 SInv} (You found it on level 4 of a ziggurat)
303096 | Zig:4    | Got a sparkling jade ring
303098 | Zig:4    | Identified the ring "Ibuempoa" {rPois MR+} (You found it on level 4 of a ziggurat)
303176 | Zig:5    | Entered Level 5 of a ziggurat
303176 | Zig:5    | Noticed Gatosute the pandemonium lord
303176 | Zig:5    | Noticed Iboaviw the pandemonium lord
303176 | Zig:5    | Noticed Rohuy the pandemonium lord
303176 | Zig:5    | Noticed Quqiter the pandemonium lord
303176 | Zig:5    | Noticed Yxiziq the pandemonium lord
303176 | Zig:5    | Noticed Ojosuhul the pandemonium lord
303176 | Zig:5    | Noticed Ahuramp the pandemonium lord
303176 | Zig:5    | Noticed Famuaghy the pandemonium lord
303176 | Zig:5    | Noticed Badwam the pandemonium lord
303176 | Zig:5    | Noticed Naxty the pandemonium lord
303176 | Zig:5    | Noticed Ogores the pandemonium lord
303176 | Zig:5    | Noticed Horch the pandemonium lord
303176 | Zig:5    | Noticed Suti the pandemonium lord
303176 | Zig:5    | Noticed Leedd the pandemonium lord
303176 | Zig:5    | Noticed Xamatuza the pandemonium lord
303176 | Zig:5    | Noticed Paovat the pandemonium lord
303176 | Zig:5    | Noticed Vududua the pandemonium lord
303176 | Zig:5    | Noticed Deohigoi the pandemonium lord
303176 | Zig:5    | Noticed Viqopnex the pandemonium lord
303176 | Zig:5    | Noticed Zunuimico the pandemonium lord
303176 | Zig:5    | Noticed Odutz the pandemonium lord
303178 | Zig:5    | Noticed Xoaddeg the pandemonium lord
303178 | Zig:5    | Noticed Hiusyl the pandemonium lord
303178 | Zig:5    | Noticed Mageepp the pandemonium lord
303179 | Zig:5    | Noticed Nicliv the pandemonium lord
303179 | Zig:5    | Noticed Otag Giri the pandemonium lord
303180 | Zig:5    | Killed Paovat the pandemonium lord
303181 | Zig:5    | Noticed Dadgho the pandemonium lord
303181 | Zig:5    | Noticed Ogajey the pandemonium lord
303181 | Zig:5    | Killed Suti the pandemonium lord
303181 | Zig:5    | Killed Vududua the pandemonium lord
303182 | Zig:5    | Noticed Tyrep the pandemonium lord
303182 | Zig:5    | Killed Horch the pandemonium lord
303183 | Zig:5    | Noticed Obbyjitz the pandemonium lord
303184 | Zig:5    | Noticed Ohinwoge the pandemonium lord
303186 | Zig:5    | Noticed Roaveh Boedgh the pandemonium lord
303187 | Zig:5    | Killed Viqopnex the pandemonium lord
303187 | Zig:5    | Killed Xamatuza the pandemonium lord
303189 | Zig:5    | Killed Zunuimico the pandemonium lord
303190 | Zig:5    | Noticed Bablos the pandemonium lord
303190 | Zig:5    | Noticed Rizaig the pandemonium lord
303191 | Zig:5    | Killed Badwam the pandemonium lord
303191 | Zig:5    | Killed Rohuy the pandemonium lord
303194 | Zig:5    | Killed Ogores the pandemonium lord
303194 | Zig:5    | Killed Naxty the pandemonium lord
303195 | Zig:5    | Noticed Ugep the pandemonium lord
303195 | Zig:5    | Killed Odutz the pandemonium lord
303196 | Zig:5    | Noticed Rosubb the pandemonium lord
303196 | Zig:5    | Killed Quqiter the pandemonium lord
303197 | Zig:5    | Noticed Nano the pandemonium lord
303198 | Zig:5    | Killed Ahuramp the pandemonium lord
303199 | Zig:5    | Killed Yxiziq the pandemonium lord
303202 | Zig:5    | Cast into level 5 of the Abyss (Xoaddeg)
303202 | Abyss:5  | Entered Level 5 of the Abyss
303324 | Zig:5    | Escaped the Abyss
303325 | Zig:5    | Noticed Qeoh the pandemonium lord
303328 | Zig:5    | Killed Roaveh Boedgh the pandemonium lord
303331 | Zig:5    | Killed Obbyjitz the pandemonium lord
303332 | Zig:5    | Killed Iboaviw the pandemonium lord
303332 | Zig:5    | Killed Xoaddeg the pandemonium lord
303332 | Zig:5    | Killed Bablos the pandemonium lord
303333 | Zig:5    | Noticed Nishrily the pandemonium lord
303333 | Zig:5    | Noticed Zamof the pandemonium lord
303336 | Zig:5    | Killed Famuaghy the pandemonium lord
303336 | Zig:5    | Killed Otag Giri the pandemonium lord
303336 | Zig:5    | Killed Rosubb the pandemonium lord
303336 | Zig:5    | Killed Ohinwoge the pandemonium lord
303338 | Zig:5    | Killed Mageepp the pandemonium lord
303338 | Zig:5    | Killed Zamof the pandemonium lord
303338 | Zig:5    | Killed Nicliv the pandemonium lord
303339 | Zig:5    | Noticed Ibamuiz the pandemonium lord
303339 | Zig:5    | Noticed Mekanwog the pandemonium lord
303339 | Zig:5    | Killed Hiusyl the pandemonium lord
303339 | Zig:5    | Killed Rizaig the pandemonium lord
303339 | Zig:5    | Killed Ojosuhul the pandemonium lord
303340 | Zig:5    | Noticed Poet the pandemonium lord
303340 | Zig:5    | Killed Qeoh the pandemonium lord
303341 | Zig:5    | Noticed Vuas Nisui the pandemonium lord
303342 | Zig:5    | Killed Poet the pandemonium lord
303342 | Zig:5    | Killed Tyrep the pandemonium lord
303344 | Zig:5    | Killed Gatosute the pandemonium lord
303344 | Zig:5    | Killed Nishrily the pandemonium lord
303344 | Zig:5    | Killed Deohigoi the pandemonium lord
303344 | Zig:5    | Killed Ugep the pandemonium lord
303344 | Zig:5    | Killed Ogajey the pandemonium lord
303345 | Zig:5    | Noticed Busy the pandemonium lord
303345 | Zig:5    | Noticed Judurgh the pandemonium lord
303346 | Zig:5    | Noticed Lysonok the pandemonium lord
303347 | Zig:5    | Killed Nano the pandemonium lord
303347 | Zig:5    | Killed Mekanwog the pandemonium lord
303348 | Zig:5    | Killed Ibamuiz the pandemonium lord
303349 | Zig:5    | Killed Dadgho the pandemonium lord
303351 | Zig:5    | Killed Vuas Nisui the pandemonium lord
303351 | Zig:5    | Killed Lysonok the pandemonium lord
303351 | Zig:5    | Killed Judurgh the pandemonium lord
303353 | Zig:5    | Killed Leedd the pandemonium lord
303364 | Zig:5    | Killed Busy the pandemonium lord
303370 | Zig:5    | Got a heavily runed jade amulet
303371 | Zig:5    | Identified the amulet "Kis Uli" {Spirit rPois Dex+4} (You found it on level 5 of a ziggurat)
303542 | Zig:6    | Entered Level 6 of a ziggurat
303782 | Zig:7    | Entered Level 7 of a ziggurat
303852 | Zig:8    | Entered Level 8 of a ziggurat
303871 | Zig:8    | Noticed Elyat the pandemonium lord
303889 | Zig:8    | Killed Elyat the pandemonium lord
303909 | Zig:8    | Got a shimmering amber ring
303911 | Zig:8    | Identified the ring of Nor Gef {*Tele rN+ Int+9 Stlth-} (You found it on level 8 of a ziggurat)
304005 | Zig:9    | Entered Level 9 of a ziggurat
304217 | Zig:10   | Entered Level 10 of a ziggurat
304269 | Zig:10   | Noticed Xebikeoh the pandemonium lord
304271 | Zig:10   | Killed Xebikeoh the pandemonium lord
304297 | Zig:10   | Got a vibrating amber ring
304299 | Zig:10   | Identified the ring "Roqo" {+Fly rPois Str+2 Int-4} (You found it on level 10 of a ziggurat)
304310 | Zig:10   | Got a wavering iron ring
304311 | Zig:10   | Identified the ring of Yendor {rCorr Str+4 Dex+2} (You found it on level 10 of a ziggurat)
304412 | Zig:10   | Identified Advanced Spellcraft
304423 | Zig:11   | Entered Level 11 of a ziggurat
304433 | Zig:11   | Paralysed by accursed screaming for 1 turns
304551 | Zig:11   | Paralysed by accursed screaming for 2 turns
304571 | Zig:11   | Got a sparkling marble ring
304573 | Zig:11   | Identified the ring "Muazung" {rC+ rN+ Stlth+} (You found it on level 11 of a ziggurat)
304583 | Zig:11   | Identified the Tome of Calling and the Birds
304672 | Zig:11   | Identified the +1 helmet of the Blessed Realm {rC++} (You found it on level 11 of a ziggurat)
304683 | Zig:12   | Entered Level 12 of a ziggurat
304792 | Zig:13   | Entered Level 13 of a ziggurat
304792 | Zig:13   | Noticed a greater mummy
304792 | Zig:13   | Noticed a greater mummy
304792 | Zig:13   | Noticed a greater mummy
304792 | Zig:13   | Noticed a greater mummy
304792 | Zig:13   | Noticed a greater mummy
304794 | Zig:13   | Killed a greater mummy
304795 | Zig:13   | Noticed a greater mummy
304795 | Zig:13   | Noticed a greater mummy
304796 | Zig:13   | Noticed a greater mummy
304796 | Zig:13   | Noticed a greater mummy
304796 | Zig:13   | Noticed a greater mummy
304796 | Zig:13   | Noticed a greater mummy
304796 | Zig:13   | Noticed a greater mummy
304796 | Zig:13   | Noticed a greater mummy
304796 | Zig:13   | Killed a greater mummy
304796 | Zig:13   | Killed a greater mummy
304796 | Zig:13   | Killed a greater mummy
304797 | Zig:13   | Noticed a greater mummy
304797 | Zig:13   | Noticed a greater mummy
304797 | Zig:13   | Noticed a greater mummy
304797 | Zig:13   | Killed a greater mummy
304798 | Zig:13   | Noticed a greater mummy
304799 | Zig:13   | Noticed a greater mummy
304799 | Zig:13   | Killed a greater mummy
304799 | Zig:13   | Killed a greater mummy
304799 | Zig:13   | Killed a greater mummy
304800 | Zig:13   | Noticed a greater mummy
304800 | Zig:13   | Noticed a greater mummy
304800 | Zig:13   | Noticed a greater mummy
304800 | Zig:13   | Noticed a greater mummy
304800 | Zig:13   | Noticed a greater mummy
304800 | Zig:13   | Killed a greater mummy
304800 | Zig:13   | Killed a greater mummy
304801 | Zig:13   | Noticed a greater mummy
304801 | Zig:13   | Killed a greater mummy
304801 | Zig:13   | Killed a greater mummy
304801 | Zig:13   | Killed a greater mummy
304801 | Zig:13   | Killed a greater mummy
304801 | Zig:13   | Killed a greater mummy
304802 | Zig:13   | Noticed a greater mummy
304802 | Zig:13   | Noticed a greater mummy
304802 | Zig:13   | Killed a greater mummy
304802 | Zig:13   | Killed a greater mummy
304802 | Zig:13   | Killed a greater mummy
304803 | Zig:13   | Noticed a greater mummy
304803 | Zig:13   | Noticed a greater mummy
304803 | Zig:13   | Noticed a greater mummy
304803 | Zig:13   | Killed a greater mummy
304803 | Zig:13   | Killed a greater mummy
304804 | Zig:13   | Noticed a greater mummy
304804 | Zig:13   | Noticed a greater mummy
304804 | Zig:13   | Noticed a greater mummy
304806 | Zig:13   | Killed a greater mummy
304806 | Zig:13   | Killed a greater mummy
304806 | Zig:13   | Killed a greater mummy
304807 | Zig:13   | Killed a greater mummy
304807 | Zig:13   | Killed a greater mummy
304808 | Zig:13   | Noticed a greater mummy
304808 | Zig:13   | Noticed a greater mummy
304808 | Zig:13   | Killed a greater mummy
304808 | Zig:13   | Killed a greater mummy
304808 | Zig:13   | Killed a greater mummy
304809 | Zig:13   | Killed a greater mummy
304810 | Zig:13   | Noticed a greater mummy
304810 | Zig:13   | Noticed a greater mummy
304810 | Zig:13   | Noticed a greater mummy
304811 | Zig:13   | Noticed a greater mummy
304813 | Zig:13   | Noticed a greater mummy
304813 | Zig:13   | Noticed a greater mummy
304813 | Zig:13   | Noticed a greater mummy
304813 | Zig:13   | Killed a greater mummy
304813 | Zig:13   | Killed a greater mummy
304813 | Zig:13   | Killed a greater mummy
304814 | Zig:13   | Killed a greater mummy
304814 | Zig:13   | Killed a greater mummy
304814 | Zig:13   | Killed a greater mummy
304814 | Zig:13   | Killed a greater mummy
304814 | Zig:13   | Killed a greater mummy
304815 | Zig:13   | Noticed a greater mummy
304815 | Zig:13   | Killed a greater mummy
304815 | Zig:13   | Killed a greater mummy
304816 | Zig:13   | Noticed a greater mummy
304817 | Zig:13   | Killed a greater mummy
304817 | Zig:13   | Killed a greater mummy
304819 | Zig:13   | Killed a greater mummy
304821 | Zig:13   | Killed a greater mummy
304839 | Zig:13   | Got a bound crystal amulet
304840 | Zig:13   | Identified the amulet "Elefucs" {+Rage Str+2 Dex+7 Slay-5} (You found it on level 13 of a ziggurat)
304858 | Zig:13   | Identified the Handbook of the Earthen Traveller
304863 | Zig:13   | Got a wavering diamond amulet
304864 | Zig:13   | Identified the amulet of Koapnam {Regen+ MP+9} (You found it on level 13 of a ziggurat)
304927 | Zig:14   | Entered Level 14 of a ziggurat
305109 | Zig:15   | Entered Level 15 of a ziggurat
305212 | Zig:15   | Got a faintly glowing granite ring
305214 | Zig:15   | Identified the ring "Suchuod" {Ice rElec rPois rN+ Stlth-} (You found it on level 15 of a ziggurat)
305259 | Zig:15   | Identified the Grimoire of Heat
305270 | Zig:16   | Entered Level 16 of a ziggurat
305347 | Zig:16   | Got a bound bone ring
305348 | Zig:16   | Identified the ring of Hacaskybi {*Tele rF+ Str+2 Int+4 Dex-5} (You found it on level 16 of a ziggurat)
305353 | Zig:16   | Got a translucent silver ring
305354 | Zig:16   | Identified the ring "Koetuuro" {rElec Str+7 Int+5} (You found it on level 16 of a ziggurat)
305472 | Zig:16   | Identified A Thorough Guide to Thaumaturgy
305485 | Zig:17   | Entered Level 17 of a ziggurat
305485 | Zig:17   | Noticed an ancient lich
305485 | Zig:17   | Noticed an ancient lich
305485 | Zig:17   | Noticed an ancient lich
305485 | Zig:17   | Noticed an ancient lich
305485 | Zig:17   | Noticed an ancient lich
305485 | Zig:17   | Noticed an ancient lich
305485 | Zig:17   | Noticed an ancient lich
305485 | Zig:17   | Noticed an ancient lich
305485 | Zig:17   | Noticed an ancient lich
305485 | Zig:17   | Noticed an ancient lich
305486 | Zig:17   | Killed an ancient lich
305487 | Zig:17   | Noticed an ancient lich
305487 | Zig:17   | Killed an ancient lich
305488 | Zig:17   | Killed an ancient lich
305489 | Zig:17   | Noticed an ancient lich
305489 | Zig:17   | Killed an ancient lich
305489 | Zig:17   | Killed an ancient lich
305489 | Zig:17   | Killed an ancient lich
305490 | Zig:17   | Noticed an ancient lich
305490 | Zig:17   | Killed an ancient lich
305490 | Zig:17   | Killed an ancient lich
305490 | Zig:17   | Killed an ancient lich
305490 | Zig:17   | Killed an ancient lich
305490 | Zig:17   | Killed an ancient lich
305491 | Zig:17   | Noticed an ancient lich
305491 | Zig:17   | Noticed an ancient lich
305491 | Zig:17   | Killed an ancient lich
305491 | Zig:17   | Killed an ancient lich
305492 | Zig:17   | Noticed an ancient lich
305493 | Zig:17   | Noticed an ancient lich
305493 | Zig:17   | Noticed an ancient lich
305493 | Zig:17   | Noticed an ancient lich
305494 | Zig:17   | Noticed an ancient lich
305494 | Zig:17   | Noticed an ancient lich
305494 | Zig:17   | Noticed an ancient lich
305495 | Zig:17   | Noticed an ancient lich
305496 | Zig:17   | Killed an ancient lich
305496 | Zig:17   | Killed an ancient lich
305496 | Zig:17   | Killed an ancient lich
305496 | Zig:17   | Killed an ancient lich
305496 | Zig:17   | Killed an ancient lich
305496 | Zig:17   | Killed an ancient lich
305496 | Zig:17   | Killed an ancient lich
305497 | Zig:17   | Noticed an ancient lich
305499 | Zig:17   | Killed an ancient lich
305499 | Zig:17   | Killed an ancient lich
305500 | Zig:17   | Noticed an ancient lich
305500 | Zig:17   | Noticed an ancient lich
305500 | Zig:17   | Killed an ancient lich
305501 | Zig:17   | Noticed an ancient lich
305501 | Zig:17   | Noticed an ancient lich
305501 | Zig:17   | Noticed an ancient lich
305501 | Zig:17   | Killed an ancient lich
305502 | Zig:17   | Noticed an ancient lich
305502 | Zig:17   | Noticed an ancient lich
305502 | Zig:17   | Noticed an ancient lich
305502 | Zig:17   | Noticed an ancient lich
305502 | Zig:17   | Noticed an ancient lich
305502 | Zig:17   | Noticed an ancient lich
305503 | Zig:17   | Noticed an ancient lich
305503 | Zig:17   | Noticed an ancient lich
305503 | Zig:17   | Noticed an ancient lich
305503 | Zig:17   | Noticed an ancient lich
305504 | Zig:17   | Noticed an ancient lich
305504 | Zig:17   | Noticed an ancient lich
305504 | Zig:17   | Noticed an ancient lich
305504 | Zig:17   | Noticed an ancient lich
305504 | Zig:17   | Killed an ancient lich
305504 | Zig:17   | Killed an ancient lich
305504 | Zig:17   | Killed an ancient lich
305504 | Zig:17   | Killed an ancient lich
305504 | Zig:17   | Killed an ancient lich
305504 | Zig:17   | Killed an ancient lich
305504 | Zig:17   | Killed an ancient lich
305504 | Zig:17   | Killed an ancient lich
305504 | Zig:17   | Killed an ancient lich
305504 | Zig:17   | Killed an ancient lich
305504 | Zig:17   | Killed an ancient lich
305504 | Zig:17   | Killed an ancient lich
305505 | Zig:17   | Noticed an ancient lich
305505 | Zig:17   | Noticed an ancient lich
305505 | Zig:17   | Noticed an ancient lich
305505 | Zig:17   | Killed an ancient lich
305505 | Zig:17   | Killed an ancient lich
305505 | Zig:17   | Killed an ancient lich
305505 | Zig:17   | Killed an ancient lich
305505 | Zig:17   | Killed an ancient lich
305505 | Zig:17   | Killed an ancient lich
305505 | Zig:17   | Killed an ancient lich
305505 | Zig:17   | Killed an ancient lich
305506 | Zig:17   | Noticed an ancient lich
305506 | Zig:17   | Noticed an ancient lich
305507 | Zig:17   | Noticed an ancient lich
305508 | Zig:17   | Noticed an ancient lich
305508 | Zig:17   | Noticed an ancient lich
305508 | Zig:17   | Noticed an ancient lich
305508 | Zig:17   | Noticed an ancient lich
305508 | Zig:17   | Killed an ancient lich
305508 | Zig:17   | Killed an ancient lich
305509 | Zig:17   | Noticed an ancient lich
305510 | Zig:17   | Noticed an ancient lich
305510 | Zig:17   | Killed an ancient lich
305510 | Zig:17   | Killed an ancient lich
305510 | Zig:17   | Killed an ancient lich
305511 | Zig:17   | Noticed an ancient lich
305511 | Zig:17   | Noticed an ancient lich
305511 | Zig:17   | Killed an ancient lich
305512 | Zig:17   | Noticed an ancient lich
305512 | Zig:17   | Noticed an ancient lich
305512 | Zig:17   | Noticed an ancient lich
305513 | Zig:17   | Noticed an ancient lich
305514 | Zig:17   | Killed an ancient lich
305514 | Zig:17   | Killed an ancient lich
305514 | Zig:17   | Killed an ancient lich
305514 | Zig:17   | Killed an ancient lich
305514 | Zig:17   | Killed an ancient lich
305514 | Zig:17   | Killed an ancient lich
305515 | Zig:17   | Noticed an ancient lich
305515 | Zig:17   | Killed an ancient lich
305515 | Zig:17   | Killed an ancient lich
305515 | Zig:17   | Killed an ancient lich
305515 | Zig:17   | Killed an ancient lich
305515 | Zig:17   | Killed an ancient lich
305515 | Zig:17   | Killed an ancient lich
305517 | Zig:17   | Noticed an ancient lich
305518 | Zig:17   | Noticed an ancient lich
305519 | Zig:17   | Noticed an ancient lich
305520 | Zig:17   | Noticed an ancient lich
305520 | Zig:17   | Noticed an ancient lich
305520 | Zig:17   | Killed an ancient lich
305521 | Zig:17   | Noticed an ancient lich
305521 | Zig:17   | Noticed an ancient lich
305521 | Zig:17   | Killed an ancient lich
305524 | Zig:17   | Killed an ancient lich
305524 | Zig:17   | Killed an ancient lich
305524 | Zig:17   | Killed an ancient lich
305527 | Zig:17   | Killed an ancient lich
305528 | Zig:17   | Killed an ancient lich
305533 | Zig:17   | Identified the Compendium of Anarchy
305565 | Zig:17   | Got a smoking platinum ring
305567 | Zig:17   | Identified the ring of Biothuhe {rPois rN+ Str+2 SInv} (You found it on level 17 of a ziggurat)
305572 | Zig:17   | Identified the -1 cloak of a wizard's laboratory {rC+++ MR- Int+6 SInv} (You found it on level 17 of a ziggurat)
305587 | Zig:17   | Identified the cursed -2 pair of boots of Inaction {rN+ Str+8} (You found it on level 17 of a ziggurat)
305592 | Zig:17   | Identified the +0 helmet "Wedoarph" {rF+ Dex+4} (You found it on level 17 of a ziggurat)
305656 | Zig:17   | Identified the Reference Book on the Burning Entourage
305765 | Zig:18   | Entered Level 18 of a ziggurat
305814 | Zig:18   | Got a steaming garnet amulet
305996 | Zig:18   | Got a twitching pewter ring
305998 | Zig:18   | Identified the ring of Ysesen {Wiz Int+5} (You found it on level 18 of a ziggurat)
306089 | Zig:19   | Entered Level 19 of a ziggurat
306182 | Zig:19   | Got a scintillating iron ring
306184 | Zig:19   | Identified the ring of Incredulity {EV+6 Str+2 Int+4} (You found it on level 19 of a ziggurat)
306202 | Zig:19   | Got a faintly glowing platinum ring
306204 | Zig:19   | Identified the ring "Bumup" {Wiz rN+ Int+5} (You found it on level 19 of a ziggurat)
306206 | Zig:19   | Identified the amulet of Conversion {Harm *Drain +Blink rF+ rN+ Int-5} (You found it on level 18 of a ziggurat)
306483 | Zig:19   | Got a crude broad axe
306484 | Zig:19   | Identified the +11 broad axe "Gram" {drain, rN+ Stlth+} (You found it on level 19 of a ziggurat)
306522 | Zig:20   | Entered Level 20 of a ziggurat
306600 | Zig:20   | Identified the Almanac of Confrontation
306759 | Zig:20   | Got a flickering silver ring
306760 | Zig:20   | Identified the ring of Oshimeurph {Str+4 Stlth-} (You found it on level 20 of a ziggurat)
306765 | Zig:20   | Got a crude brass ring
306766 | Zig:20   | Identified the ring of Winter {rC+ Stlth-} (You found it on level 20 of a ziggurat)
306773 | Zig:20   | Got a scintillating ivory ring
306775 | Zig:20   | Identified the ring "Kegreih" {*Tele Int+3} (You found it on level 20 of a ziggurat)
306786 | Zig:20   | Got a bound bronze ring
306787 | Zig:20   | Identified the ring "Hyoc" {Fire *Corrode Str+4 Int+3 Dex+3} (You found it on level 20 of a ziggurat)
306818 | Zig:20   | Got a scintillating golden ring
306820 | Zig:20   | Identified the ring of the Forsaken Ships {+Fly rPois Str+2 Dex+2 SInv} (You found it on level 20 of a ziggurat)
306826 | Zig:20   | Got a smoking steel amulet
306827 | Zig:20   | Identified the amulet "Tosmiog" {Inacc rN+ MR+ Int-2 Stlth+} (You found it on level 20 of a ziggurat)
306830 | Zig:20   | Got a heavily runed iron ring
306831 | Zig:20   | Identified the ring "Ammuthef" {rC+ Str+3 Int-3 Dex+2} (You found it on level 20 of a ziggurat)
306835 | Zig:20   | Got a coiled granite ring
306836 | Zig:20   | Identified the ring of Doty {Int+3 SInv} (You found it on level 20 of a ziggurat)
306852 | Zig:20   | Got a crude ruby amulet
306853 | Zig:20   | Identified the amulet of Usirary {Reflect +Fly Int+3 Dex+4 SH+3} (You found it on level 20 of a ziggurat)
306856 | Zig:20   | Identified the Disquisition on Poison and Shape Shifting
306930 | Zig:20   | Identified the Incunabulum of Confrontation
306941 | Zig:21   | Entered Level 21 of a ziggurat
307129 | Zig:21   | Got a transparent crystal amulet
307130 | Zig:21   | Identified the amulet of Lugonu's Pride {Inacc Dex+3} (You found it on level 21 of a ziggurat)
307139 | Zig:21   | Got a twitching golden amulet
307140 | Zig:21   | Identified the amulet of Kopsi {Inacc rF++ Str-2} (You found it on level 21 of a ziggurat)
307162 | Zig:21   | Got a warped steel ring
307163 | Zig:21   | Identified the ring "Kacoewn" {rPois EV+6} (You found it on level 21 of a ziggurat)
307214 | Zig:21   | Identified the Handbook of Mutagenic Summoning
307218 | Zig:21   | Got a smoking broad axe
307219 | Zig:21   | Identified the cursed +2 broad axe of War {freeze, Dex+3} (You found it on level 21 of a ziggurat)
307233 | Zig:22   | Entered Level 22 of a ziggurat
307595 | Zig:22   | Got a scintillating platinum ring
307597 | Zig:22   | Identified the ring of Monootz {Wiz rElec rPois Int+4} (You found it on level 22 of a ziggurat)
307614 | Zig:22   | Got an ancient graven amulet
307615 | Zig:22   | Identified the amulet of Xaifoef {Spirit rC+ Stlth+} (You found it on level 22 of a ziggurat)
307625 | Zig:22   | Got a slimy amethyst amulet
307626 | Zig:22   | Identified the amulet "Qihiwaog" {Spirit Int+2} (You found it on level 22 of a ziggurat)
307647 | Zig:22   | Got a vibrating steel amulet
307648 | Zig:22   | Identified the amulet "Biwen" {Reflect +Fly SH+3} (You found it on level 22 of a ziggurat)
307663 | Zig:22   | Got a wavering garnet amulet
307664 | Zig:22   | Identified the amulet "Uhikuus" {Spirit rN+} (You found it on level 22 of a ziggurat)
307672 | Zig:22   | Identified the Compendium of the Assistive Glacier
307792 | Zig:23   | Entered Level 23 of a ziggurat
307846 | Zig:23   | Identified Zest's Incunabulum of Darkness and Combat Magic
307867 | Zig:23   | Identified the cursed +1 eveningstar of Indignation {crush, *Contam +Inv rElec Str+4 Stlth+} (You found it on level 23 of a ziggurat)
307869 | Zig:23   | Identified Yrrih's Catalogue of the Flying Arsonist
307882 | Zig:23   | Got a coiled glass ring
307885 | Zig:23   | Identified the ring of False Pretenses {rPois Stlth+} (You found it on level 23 of a ziggurat)
307891 | Zig:23   | Identified the Tome of Flamy Sinister Secrets
307905 | Zig:23   | Identified the Catalogue of Scorching Combat Magic
307909 | Zig:23   | Got a vibrating copper amulet
307910 | Zig:23   | Identified the amulet of Fis Junk {Gourm Int+6} (You found it on level 23 of a ziggurat)
308051 | Zig:23   | Got a smoking ivory amulet
308052 | Zig:23   | Identified the amulet "Saogg" {Harm *Drain MR+ Int+4} (You found it on level 23 of a ziggurat)
308066 | Zig:23   | Identified the Handbook of Virous Shape Shifting
308265 | Zig:23   | Identified the +2 hat "Cehulag" {rElec} (You found it on level 23 of a ziggurat)
308270 | Zig:23   | Identified the +6 eveningstar "Waej" {speed, rElec rC++ MP+9 SInv} (You found it on level 23 of a ziggurat)
308279 | Zig:23   | Identified the +0 cloak of the Shore {Str+3 Int+6} (You found it on level 23 of a ziggurat)
308288 | Zig:23   | Identified the Reference Book on Lucky Arcane Weapons
308323 | Zig:24   | Entered Level 24 of a ziggurat
308323 | Zig:24   | Noticed a greater mummy
308323 | Zig:24   | Noticed a greater mummy
308323 | Zig:24   | Noticed a greater mummy
308323 | Zig:24   | Noticed a greater mummy
308323 | Zig:24   | Noticed a greater mummy
308323 | Zig:24   | Noticed a greater mummy
308323 | Zig:24   | Noticed a greater mummy
308323 | Zig:24   | Noticed a greater mummy
308323 | Zig:24   | Noticed a greater mummy
308323 | Zig:24   | Noticed a greater mummy
308323 | Zig:24   | Noticed a greater mummy
308323 | Zig:24   | Noticed a greater mummy
308323 | Zig:24   | Noticed a greater mummy
308325 | Zig:24   | Noticed a greater mummy
308325 | Zig:24   | Noticed a greater mummy
308325 | Zig:24   | Noticed a greater mummy
308325 | Zig:24   | Noticed a greater mummy
308325 | Zig:24   | Noticed a greater mummy
308327 | Zig:24   | Killed a greater mummy
308327 | Zig:24   | Killed a greater mummy
308327 | Zig:24   | Killed a greater mummy
308328 | Zig:24   | Killed a greater mummy
308328 | Zig:24   | Killed a greater mummy
308328 | Zig:24   | Killed a greater mummy
308328 | Zig:24   | Killed a greater mummy
308328 | Zig:24   | Killed a greater mummy
308328 | Zig:24   | Killed a greater mummy
308328 | Zig:24   | Killed a greater mummy
308328 | Zig:24   | Killed a greater mummy
308328 | Zig:24   | Killed a greater mummy
308328 | Zig:24   | Killed a greater mummy
308328 | Zig:24   | Killed a greater mummy
308328 | Zig:24   | Killed a greater mummy
308329 | Zig:24   | Noticed a greater mummy
308330 | Zig:24   | Noticed a greater mummy
308331 | Zig:24   | Noticed a greater mummy
308331 | Zig:24   | Killed a greater mummy
308331 | Zig:24   | Killed a greater mummy
308331 | Zig:24   | Killed a greater mummy
308331 | Zig:24   | Killed a greater mummy
308333 | Zig:24   | Noticed a greater mummy
308333 | Zig:24   | Killed a greater mummy
308334 | Zig:24   | Noticed a greater mummy
308334 | Zig:24   | Killed a greater mummy
308335 | Zig:24   | Noticed a greater mummy
308335 | Zig:24   | Noticed a greater mummy
308336 | Zig:24   | Noticed a greater mummy
308336 | Zig:24   | Noticed a greater mummy
308336 | Zig:24   | Noticed a greater mummy
308336 | Zig:24   | Noticed a greater mummy
308336 | Zig:24   | Noticed a greater mummy
308337 | Zig:24   | Killed a greater mummy
308337 | Zig:24   | Killed a greater mummy
308338 | Zig:24   | Noticed a greater mummy
308338 | Zig:24   | Noticed a greater mummy
308338 | Zig:24   | Killed a greater mummy
308339 | Zig:24   | Noticed a greater mummy
308339 | Zig:24   | Killed a greater mummy
308339 | Zig:24   | Killed a greater mummy
308339 | Zig:24   | Killed a greater mummy
308339 | Zig:24   | Killed a greater mummy
308340 | Zig:24   | Killed a greater mummy
308340 | Zig:24   | Killed a greater mummy
308341 | Zig:24   | Noticed a greater mummy
308341 | Zig:24   | Noticed a greater mummy
308342 | Zig:24   | Noticed a greater mummy
308342 | Zig:24   | Noticed a greater mummy
308342 | Zig:24   | Noticed a greater mummy
308343 | Zig:24   | Noticed a greater mummy
308343 | Zig:24   | Noticed a greater mummy
308343 | Zig:24   | Noticed a greater mummy
308344 | Zig:24   | Noticed a greater mummy
308345 | Zig:24   | Killed a greater mummy
308345 | Zig:24   | Killed a greater mummy
308345 | Zig:24   | Killed a greater mummy
308346 | Zig:24   | Noticed a greater mummy
308346 | Zig:24   | Noticed a greater mummy
308346 | Zig:24   | Noticed a greater mummy
308346 | Zig:24   | Killed a greater mummy
308346 | Zig:24   | Killed a greater mummy
308347 | Zig:24   | Noticed a greater mummy
308347 | Zig:24   | Noticed a greater mummy
308347 | Zig:24   | Killed a greater mummy
308347 | Zig:24   | Killed a greater mummy
308347 | Zig:24   | Killed a greater mummy
308347 | Zig:24   | Killed a greater mummy
308348 | Zig:24   | Noticed a greater mummy
308348 | Zig:24   | Killed a greater mummy
308348 | Zig:24   | Killed a greater mummy
308348 | Zig:24   | Killed a greater mummy
308349 | Zig:24   | Noticed a greater mummy
308349 | Zig:24   | Noticed a greater mummy
308349 | Zig:24   | Noticed a greater mummy
308349 | Zig:24   | Noticed a greater mummy
308349 | Zig:24   | Killed a greater mummy
308350 | Zig:24   | Noticed a greater mummy
308350 | Zig:24   | Noticed a greater mummy
308350 | Zig:24   | Noticed a greater mummy
308350 | Zig:24   | Noticed a greater mummy
308351 | Zig:24   | Noticed a greater mummy
308351 | Zig:24   | Noticed a greater mummy
308351 | Zig:24   | Noticed a greater mummy
308353 | Zig:24   | Noticed a greater mummy
308353 | Zig:24   | Noticed a greater mummy
308353 | Zig:24   | Killed a greater mummy
308353 | Zig:24   | Killed a greater mummy
308353 | Zig:24   | Killed a greater mummy
308353 | Zig:24   | Killed a greater mummy
308354 | Zig:24   | Noticed a greater mummy
308354 | Zig:24   | Killed a greater mummy
308354 | Zig:24   | Killed a greater mummy
308354 | Zig:24   | Killed a greater mummy
308354 | Zig:24   | Killed a greater mummy
308354 | Zig:24   | Killed a greater mummy
308355 | Zig:24   | Noticed a greater mummy
308355 | Zig:24   | Noticed a greater mummy
308355 | Zig:24   | Killed a greater mummy
308355 | Zig:24   | Killed a greater mummy
308355 | Zig:24   | Killed a greater mummy
308355 | Zig:24   | Killed a greater mummy
308356 | Zig:24   | Noticed a greater mummy
308356 | Zig:24   | Noticed a greater mummy
308356 | Zig:24   | Noticed a greater mummy
308357 | Zig:24   | Noticed a greater mummy
308357 | Zig:24   | Noticed a greater mummy
308357 | Zig:24   | Killed a greater mummy
308357 | Zig:24   | Killed a greater mummy
308357 | Zig:24   | Killed a greater mummy
308357 | Zig:24   | Killed a greater mummy
308357 | Zig:24   | Killed a greater mummy
308357 | Zig:24   | Killed a greater mummy
308358 | Zig:24   | Noticed a greater mummy
308358 | Zig:24   | Noticed a greater mummy
308359 | Zig:24   | Noticed a greater mummy
308359 | Zig:24   | Noticed a greater mummy
308359 | Zig:24   | Noticed a greater mummy
308359 | Zig:24   | Noticed a greater mummy
308360 | Zig:24   | Noticed a greater mummy
308360 | Zig:24   | Noticed a greater mummy
308361 | Zig:24   | Killed a greater mummy
308361 | Zig:24   | Killed a greater mummy
308361 | Zig:24   | Killed a greater mummy
308361 | Zig:24   | Killed a greater mummy
308361 | Zig:24   | Killed a greater mummy
308362 | Zig:24   | Noticed a greater mummy
308362 | Zig:24   | Noticed a greater mummy
308362 | Zig:24   | Killed a greater mummy
308362 | Zig:24   | Killed a greater mummy
308362 | Zig:24   | Killed a greater mummy
308362 | Zig:24   | Killed a greater mummy
308362 | Zig:24   | Killed a greater mummy
308363 | Zig:24   | Noticed a greater mummy
308363 | Zig:24   | Noticed a greater mummy
308363 | Zig:24   | Killed a greater mummy
308363 | Zig:24   | Killed a greater mummy
308363 | Zig:24   | Killed a greater mummy
308364 | Zig:24   | Noticed a greater mummy
308364 | Zig:24   | Noticed a greater mummy
308364 | Zig:24   | Noticed a greater mummy
308364 | Zig:24   | Noticed a greater mummy
308364 | Zig:24   | Noticed a greater mummy
308364 | Zig:24   | Noticed a greater mummy
308364 | Zig:24   | Noticed a greater mummy
308364 | Zig:24   | Noticed a greater mummy
308364 | Zig:24   | Noticed a greater mummy
308367 | Zig:24   | Killed a greater mummy
308367 | Zig:24   | Killed a greater mummy
308367 | Zig:24   | Killed a greater mummy
308370 | Zig:24   | Killed a greater mummy
308370 | Zig:24   | Killed a greater mummy
308370 | Zig:24   | Killed a greater mummy
308370 | Zig:24   | Killed a greater mummy
308370 | Zig:24   | Killed a greater mummy
308371 | Zig:24   | Noticed a greater mummy
308371 | Zig:24   | Noticed a greater mummy
308371 | Zig:24   | Noticed a greater mummy
308371 | Zig:24   | Killed a greater mummy
308371 | Zig:24   | Killed a greater mummy
308371 | Zig:24   | Killed a greater mummy
308371 | Zig:24   | Killed a greater mummy
308371 | Zig:24   | Killed a greater mummy
308372 | Zig:24   | Killed a greater mummy
308373 | Zig:24   | Noticed a greater mummy
308375 | Zig:24   | Killed a greater mummy
308376 | Zig:24   | Killed a greater mummy
308376 | Zig:24   | Killed a greater mummy
308376 | Zig:24   | Killed a greater mummy
308376 | Zig:24   | Killed a greater mummy
308427 | Zig:24   | Got a translucent silver ring
308429 | Zig:24   | Identified the ring of Teutor {rPois Slay+3 Stlth+} (You found it on level 24 of a ziggurat)
308560 | Zig:25   | Entered Level 25 of a ziggurat
308560 | Zig:25   | Noticed a juggernaut
308560 | Zig:25   | Noticed a juggernaut
308560 | Zig:25   | Noticed a juggernaut
308560 | Zig:25   | Noticed a juggernaut
308560 | Zig:25   | Noticed a juggernaut
308560 | Zig:25   | Noticed a juggernaut
308560 | Zig:25   | Noticed a juggernaut
308563 | Zig:25   | Noticed a juggernaut
308563 | Zig:25   | Noticed a juggernaut
308563 | Zig:25   | Noticed a juggernaut
308565 | Zig:25   | Noticed a juggernaut
308566 | Zig:25   | Killed a juggernaut
308566 | Zig:25   | Killed a juggernaut
308566 | Zig:25   | Killed a juggernaut
308566 | Zig:25   | Killed a juggernaut
308566 | Zig:25   | Killed a juggernaut
308566 | Zig:25   | Killed a juggernaut
308566 | Zig:25   | Killed a juggernaut
308566 | Zig:25   | Killed a juggernaut
308566 | Zig:25   | Killed a juggernaut
308567 | Zig:25   | Noticed a juggernaut
308567 | Zig:25   | Noticed a juggernaut
308567 | Zig:25   | Noticed a juggernaut
308568 | Zig:25   | Noticed a juggernaut
308568 | Zig:25   | Noticed a juggernaut
308568 | Zig:25   | Noticed a juggernaut
308568 | Zig:25   | Noticed a juggernaut
308569 | Zig:25   | Noticed a juggernaut
308569 | Zig:25   | Noticed a juggernaut
308569 | Zig:25   | Killed a juggernaut
308569 | Zig:25   | Killed a juggernaut
308570 | Zig:25   | Noticed a juggernaut
308570 | Zig:25   | Noticed a juggernaut
308570 | Zig:25   | Noticed a juggernaut
308571 | Zig:25   | Killed a juggernaut
308571 | Zig:25   | Killed a juggernaut
308571 | Zig:25   | Killed a juggernaut
308571 | Zig:25   | Killed a juggernaut
308571 | Zig:25   | Killed a juggernaut
308571 | Zig:25   | Killed a juggernaut
308571 | Zig:25   | Killed a juggernaut
308571 | Zig:25   | Killed a juggernaut
308572 | Zig:25   | Noticed a juggernaut
308572 | Zig:25   | Noticed a juggernaut
308572 | Zig:25   | Killed a juggernaut
308572 | Zig:25   | Killed a juggernaut
308573 | Zig:25   | Noticed a juggernaut
308573 | Zig:25   | Killed a juggernaut
308573 | Zig:25   | Killed a juggernaut
308577 | Zig:25   | Noticed a juggernaut
308577 | Zig:25   | Noticed a juggernaut
308578 | Zig:25   | Noticed a juggernaut
308579 | Zig:25   | Noticed a juggernaut
308584 | Zig:25   | Noticed a juggernaut
308584 | Zig:25   | Noticed a juggernaut
308585 | Zig:25   | Noticed a juggernaut
308586 | Zig:25   | Noticed a juggernaut
308586 | Zig:25   | Noticed a juggernaut
308586 | Zig:25   | Noticed a juggernaut
308586 | Zig:25   | Noticed a juggernaut
308587 | Zig:25   | Noticed a juggernaut
308587 | Zig:25   | Noticed a juggernaut
308587 | Zig:25   | Noticed a juggernaut
308588 | Zig:25   | Killed a juggernaut
308589 | Zig:25   | Noticed a juggernaut
308590 | Zig:25   | Noticed a juggernaut
308593 | Zig:25   | Killed a juggernaut
308593 | Zig:25   | Killed a juggernaut
308593 | Zig:25   | Killed a juggernaut
308593 | Zig:25   | Killed a juggernaut
308593 | Zig:25   | Killed a juggernaut
308593 | Zig:25   | Killed a juggernaut
308593 | Zig:25   | Killed a juggernaut
308593 | Zig:25   | Killed a juggernaut
308593 | Zig:25   | Killed a juggernaut
308593 | Zig:25   | Killed a juggernaut
308593 | Zig:25   | Killed a juggernaut
308593 | Zig:25   | Killed a juggernaut
308593 | Zig:25   | Killed a juggernaut
308593 | Zig:25   | Killed a juggernaut
308597 | Zig:25   | Noticed a juggernaut
308598 | Zig:25   | Noticed a juggernaut
308599 | Zig:25   | Noticed a juggernaut
308600 | Zig:25   | Noticed a juggernaut
308601 | Zig:25   | Killed a juggernaut
308601 | Zig:25   | Killed a juggernaut
308601 | Zig:25   | Killed a juggernaut
308601 | Zig:25   | Killed a juggernaut
308601 | Zig:25   | Killed a juggernaut
308601 | Zig:25   | Killed a juggernaut
308602 | Zig:25   | Noticed a juggernaut
308602 | Zig:25   | Noticed a juggernaut
308602 | Zig:25   | Noticed a juggernaut
308607 | Zig:25   | Noticed a juggernaut
308608 | Zig:25   | Killed a juggernaut
308608 | Zig:25   | Killed a juggernaut
308608 | Zig:25   | Killed a juggernaut
308608 | Zig:25   | Killed a juggernaut
308608 | Zig:25   | Killed a juggernaut
308611 | Zig:25   | Noticed a juggernaut
308612 | Zig:25   | Noticed a juggernaut
308614 | Zig:25   | Noticed a juggernaut
308614 | Zig:25   | Noticed a juggernaut
308616 | Zig:25   | Noticed a juggernaut
308617 | Zig:25   | Noticed a juggernaut
308618 | Zig:25   | Killed a juggernaut
308618 | Zig:25   | Killed a juggernaut
308618 | Zig:25   | Killed a juggernaut
308619 | Zig:25   | Noticed a juggernaut
308619 | Zig:25   | Noticed a juggernaut
308619 | Zig:25   | Noticed a juggernaut
308619 | Zig:25   | Noticed a juggernaut
308620 | Zig:25   | Noticed a juggernaut
308620 | Zig:25   | Killed a juggernaut
308622 | Zig:25   | Killed a juggernaut
308622 | Zig:25   | Killed a juggernaut
308622 | Zig:25   | Killed a juggernaut
308622 | Zig:25   | Killed a juggernaut
308622 | Zig:25   | Killed a juggernaut
308622 | Zig:25   | Killed a juggernaut
308622 | Zig:25   | Killed a juggernaut
308623 | Zig:25   | Noticed a juggernaut
308623 | Zig:25   | Noticed a juggernaut
308626 | Zig:25   | Killed a juggernaut
308626 | Zig:25   | Killed a juggernaut
308627 | Zig:25   | Noticed a juggernaut
308628 | Zig:25   | Noticed a juggernaut
308629 | Zig:25   | Noticed a juggernaut
308629 | Zig:25   | Killed a juggernaut
308630 | Zig:25   | Noticed a juggernaut
308630 | Zig:25   | Noticed a juggernaut
308630 | Zig:25   | Killed a juggernaut
308630 | Zig:25   | Killed a juggernaut
308631 | Zig:25   | Noticed a juggernaut
308631 | Zig:25   | Noticed a juggernaut
308631 | Zig:25   | Noticed a juggernaut
308632 | Zig:25   | Noticed a juggernaut
308632 | Zig:25   | Noticed a juggernaut
308632 | Zig:25   | Noticed a juggernaut
308632 | Zig:25   | Noticed a juggernaut
308632 | Zig:25   | Noticed a juggernaut
308638 | Zig:25   | Noticed a juggernaut
308640 | Zig:25   | Noticed a juggernaut
308641 | Zig:25   | Noticed a juggernaut
308642 | Zig:25   | Noticed a juggernaut
308643 | Zig:25   | Noticed a juggernaut
308646 | Zig:25   | Noticed a juggernaut
308648 | Zig:25   | Killed a juggernaut
308649 | Zig:25   | Noticed a juggernaut
308649 | Zig:25   | Noticed a juggernaut
308649 | Zig:25   | Killed a juggernaut
308649 | Zig:25   | Killed a juggernaut
308649 | Zig:25   | Killed a juggernaut
308649 | Zig:25   | Killed a juggernaut
308649 | Zig:25   | Killed a juggernaut
308649 | Zig:25   | Killed a juggernaut
308649 | Zig:25   | Killed a juggernaut
308649 | Zig:25   | Killed a juggernaut
308649 | Zig:25   | Killed a juggernaut
308649 | Zig:25   | Killed a juggernaut
308649 | Zig:25   | Killed a juggernaut
308649 | Zig:25   | Killed a juggernaut
308649 | Zig:25   | Killed a juggernaut
308649 | Zig:25   | Killed a juggernaut
308649 | Zig:25   | Killed a juggernaut
308649 | Zig:25   | Killed a juggernaut
308650 | Zig:25   | Noticed a juggernaut
308650 | Zig:25   | Noticed a juggernaut
308652 | Zig:25   | Noticed a juggernaut
308652 | Zig:25   | Noticed a juggernaut
308653 | Zig:25   | Noticed a juggernaut
308654 | Zig:25   | Noticed a juggernaut
308657 | Zig:25   | Noticed a juggernaut
308657 | Zig:25   | Killed a juggernaut
308657 | Zig:25   | Killed a juggernaut
308657 | Zig:25   | Killed a juggernaut
308657 | Zig:25   | Killed a juggernaut
308657 | Zig:25   | Killed a juggernaut
308657 | Zig:25   | Killed a juggernaut
308657 | Zig:25   | Killed a juggernaut
308657 | Zig:25   | Killed a juggernaut
308658 | Zig:25   | Noticed a juggernaut
308660 | Zig:25   | Noticed a juggernaut
308662 | Zig:25   | Noticed a juggernaut
308662 | Zig:25   | Noticed a juggernaut
308664 | Zig:25   | Noticed a juggernaut
308664 | Zig:25   | Killed a juggernaut
308666 | Zig:25   | Killed a juggernaut
308666 | Zig:25   | Killed a juggernaut
308666 | Zig:25   | Killed a juggernaut
308666 | Zig:25   | Killed a juggernaut
308667 | Zig:25   | Noticed a juggernaut
308673 | Zig:25   | Killed a juggernaut
308673 | Zig:25   | Killed a juggernaut
308674 | Zig:25   | Noticed a juggernaut
308676 | Zig:25   | Noticed a juggernaut
308682 | Zig:25   | Noticed a juggernaut
308684 | Zig:25   | Noticed a juggernaut
308685 | Zig:25   | Killed a juggernaut
308685 | Zig:25   | Killed a juggernaut
308685 | Zig:25   | Killed a juggernaut
308686 | Zig:25   | Noticed a juggernaut
308689 | Zig:25   | Noticed a juggernaut
308691 | Zig:25   | Noticed a juggernaut
308691 | Zig:25   | Noticed a juggernaut
308693 | Zig:25   | Killed a juggernaut
308700 | Zig:25   | Killed a juggernaut
308700 | Zig:25   | Killed a juggernaut
308700 | Zig:25   | Killed a juggernaut
308700 | Zig:25   | Killed a juggernaut
308705 | Zig:25   | Noticed a juggernaut
308708 | Zig:25   | Noticed a juggernaut
308711 | Zig:25   | Noticed a juggernaut
308714 | Zig:25   | Noticed a juggernaut
308715 | Zig:25   | Killed a juggernaut
308715 | Zig:25   | Killed a juggernaut
308718 | Zig:25   | Noticed a juggernaut
308724 | Zig:25   | Noticed a juggernaut
308726 | Zig:25   | Killed a juggernaut
308726 | Zig:25   | Killed a juggernaut
308726 | Zig:25   | Killed a juggernaut
308726 | Zig:25   | Killed a juggernaut
308731 | Zig:25   | Noticed a juggernaut
308734 | Zig:25   | Noticed a juggernaut
308741 | Zig:25   | Killed a juggernaut
308741 | Zig:25   | Killed a juggernaut
308744 | Zig:25   | Noticed a juggernaut
308747 | Zig:25   | Noticed a juggernaut
308747 | Zig:25   | Noticed a juggernaut
308753 | Zig:25   | Killed a juggernaut
308753 | Zig:25   | Killed a juggernaut
308758 | Zig:25   | Killed a juggernaut
308769 | Zig:25   | Noticed a juggernaut
308775 | Zig:25   | Noticed a juggernaut
308781 | Zig:25   | Killed a juggernaut
308781 | Zig:25   | Killed a juggernaut
308784 | Zig:25   | Noticed a juggernaut
308793 | Zig:25   | Killed a juggernaut
308798 | Zig:25   | Noticed a juggernaut
308803 | Zig:25   | Killed a juggernaut
308886 | Zig:25   | Identified the +0 pair of boots "Woriq" {rF+} (You found it on level 25 of a ziggurat)
308888 | Zig:25   | Got a slimy marble ring
308890 | Zig:25   | Identified the ring "Fumom" {Fire rN+ Int+2 Dex+4} (You found it on level 25 of a ziggurat)
308898 | Zig:25   | Got a wavering lead amulet
308899 | Zig:25   | Identified the amulet of Cafamu {Reflect rPois rF- rN++ Dex+2 SH+5} (You found it on level 25 of a ziggurat)
308920 | Zig:25   | Got a faintly glowing bone amulet
308922 | Zig:25   | Identified the amulet "Qaygathi" {Spirit rElec Int+5 Dex+3} (You found it on level 25 of a ziggurat)
309185 | Zig:26   | Entered Level 26 of a ziggurat
309277 | Zig:26   | Cast into level 3 of the Abyss (white draconian caller)
309328 | Zig:26   | Escaped the Abyss
309400 | Zig:26   | Got a heavily runed jade ring
309403 | Zig:26   | Identified the ring of the Priest {+Blink rPois Str+7} (You found it on level 26 of a ziggurat)
309828 | Zig:27   | Entered Level 27 of a ziggurat
309893 | Zig:27   | Got a coiled brass ring
309895 | Zig:27   | Identified the ring of Juladdof {EV+2 Str-2 Int-3 Slay+5 SInv} (You found it on level 27 of a ziggurat)
309901 | Zig:27   | Got a smoking zirconium amulet
309902 | Zig:27   | Identified the amulet "Uddud" {+Rage Str+5} (You found it on level 27 of a ziggurat)
310378 | Depths:2 | Identified the +1 hat of Cowardice {Regen+ Dex+4} (You acquired it on level 2 of the Depths)
310379 | Depths:2 | Identified the +2 crystal plate armour of Ytats {rF+ rCorr Str+3} (You acquired it on level 2 of the Depths)
310380 | Depths:2 | Identified the +0 pair of gloves "Dunorph" {Dex+7} (You acquired it on level 2 of the Depths)
310381 | Depths:2 | Identified the +2 pair of gloves of Dulitt {rN+ Str+3 Int+4} (You acquired it on level 2 of the Depths)
310382 | Depths:2 | Identified the +3 pair of gloves of Oliar {rElec rPois Int-5 Dex+4} (You acquired it on level 2 of the Depths)
310385 | Depths:2 | Identified the +0 pair of boots of the Lich-sworn {rCorr MP+9 Str+4} (You acquired it on level 2 of the Depths)
310436 | Zig:1    | Entered Level 1 of a ziggurat
310494 | Zig:2    | Entered Level 2 of a ziggurat
310494 | Zig:2    | Noticed an ancient lich
310494 | Zig:2    | Noticed an ancient lich
310494 | Zig:2    | Noticed an ancient lich
310495 | Zig:2    | Killed an ancient lich
310495 | Zig:2    | Killed an ancient lich
310495 | Zig:2    | Noticed an ancient lich
310497 | Zig:2    | Killed an ancient lich
310499 | Zig:2    | Noticed an ancient lich
310501 | Zig:2    | Killed an ancient lich
310502 | Zig:2    | Noticed an ancient lich
310504 | Zig:2    | Killed an ancient lich
310506 | Zig:2    | Killed an ancient lich
310575 | Zig:3    | Entered Level 3 of a ziggurat
310749 | Zig:3    | Identified the +0 helmet of Eternal Vigilance {Str+4} (You found it on level 3 of a ziggurat)
310758 | Zig:4    | Entered Level 4 of a ziggurat
310782 | Zig:4    | Got a sparkling lapis lazuli ring
310784 | Zig:4    | Identified the ring "Qimuev" {*Slow +Fly rF- rC++ MR+} (You found it on level 4 of a ziggurat)
310846 | Zig:5    | Entered Level 5 of a ziggurat
310846 | Zig:5    | Noticed a greater mummy
310846 | Zig:5    | Noticed a greater mummy
310846 | Zig:5    | Noticed a greater mummy
310846 | Zig:5    | Noticed a greater mummy
310848 | Zig:5    | Noticed a greater mummy
310848 | Zig:5    | Noticed a greater mummy
310850 | Zig:5    | Noticed a greater mummy
310850 | Zig:5    | Killed a greater mummy
310850 | Zig:5    | Killed a greater mummy
310850 | Zig:5    | Killed a greater mummy
310851 | Zig:5    | Noticed a greater mummy
310851 | Zig:5    | Killed a greater mummy
310851 | Zig:5    | Killed a greater mummy
310851 | Zig:5    | Killed a greater mummy
310855 | Zig:5    | Killed a greater mummy
310855 | Zig:5    | Killed a greater mummy
310857 | Zig:5    | Noticed a greater mummy
310857 | Zig:5    | Noticed a greater mummy
310859 | Zig:5    | Killed a greater mummy
310860 | Zig:5    | Killed a greater mummy
310894 | Zig:6    | Entered Level 6 of a ziggurat
310909 | Zig:6    | Identified the Papyrus of Flames and the Traveller
310983 | Zig:7    | Entered Level 7 of a ziggurat
311025 | Zig:7    | Identified the +0 helmet of Tenacity {Int+4} (You found it on level 7 of a ziggurat)
311032 | Zig:7    | Got a serpentine zirconium amulet
311033 | Zig:7    | Identified the amulet of Qevaon {Faith Int+4 Stlth+} (You found it on level 7 of a ziggurat)
311105 | Zig:8    | Entered Level 8 of a ziggurat
311105 | Zig:8    | Noticed Ubbooxky the pandemonium lord
311105 | Zig:8    | Noticed Qeshrobuu the pandemonium lord
311105 | Zig:8    | Noticed Meokhu the pandemonium lord
311105 | Zig:8    | Noticed Rorryuk the pandemonium lord
311105 | Zig:8    | Noticed Liniet the pandemonium lord
311105 | Zig:8    | Noticed Ivekam the pandemonium lord
311105 | Zig:8    | Noticed Oceq the pandemonium lord
311105 | Zig:8    | Noticed Yczetz the pandemonium lord
311105 | Zig:8    | Noticed Wuim the pandemonium lord
311105 | Zig:8    | Noticed Ehyrestu the pandemonium lord
311105 | Zig:8    | Noticed Sept the pandemonium lord
311105 | Zig:8    | Noticed Qylus the pandemonium lord
311105 | Zig:8    | Noticed Muabbywi the pandemonium lord
311105 | Zig:8    | Noticed Doocuhad the pandemonium lord
311105 | Zig:8    | Noticed Tijaisesozu the pandemonium lord
311105 | Zig:8    | Noticed Vidgh the pandemonium lord
311105 | Zig:8    | Noticed Rahup the pandemonium lord
311105 | Zig:8    | Noticed Heungis the pandemonium lord
311105 | Zig:8    | Noticed Taulaexi the pandemonium lord
311105 | Zig:8    | Noticed Itorph the pandemonium lord
311108 | Zig:8    | Noticed Xoyxt the pandemonium lord
311108 | Zig:8    | Killed Belept the pandemonium lord
311109 | Zig:8    | Noticed Keow the pandemonium lord
311110 | Zig:8    | Noticed Himus the pandemonium lord
311111 | Zig:8    | Noticed Eplos the pandemonium lord
311111 | Zig:8    | Noticed Biby Cedaaw the pandemonium lord
311111 | Zig:8    | Killed Rahup the pandemonium lord
311112 | Zig:8    | Noticed Jeta the pandemonium lord
311112 | Zig:8    | Killed Muabbywi the pandemonium lord
311113 | Zig:8    | Noticed Pedu the pandemonium lord
311114 | Zig:8    | Noticed Engesui the pandemonium lord
311115 | Zig:8    | Killed Qylus the pandemonium lord
311115 | Zig:8    | Killed Heungis the pandemonium lord
311115 | Zig:8    | Killed Ivekam the pandemonium lord
311116 | Zig:8    | Killed Sept the pandemonium lord
311117 | Zig:8    | Noticed Kula the pandemonium lord
311118 | Zig:8    | Killed Tijaisesozu the pandemonium lord
311118 | Zig:8    | Killed Doocuhad the pandemonium lord
311120 | Zig:8    | Killed Eplos the pandemonium lord
311120 | Zig:8    | Killed Kula the pandemonium lord
311120 | Zig:8    | Killed Yczetz the pandemonium lord
311120 | Zig:8    | Killed Olakh the pandemonium lord
311120 | Zig:8    | Killed Vidgh the pandemonium lord
311121 | Zig:8    | Killed Rorryuk the pandemonium lord
311123 | Zig:8    | Noticed Fialubbo the pandemonium lord
311123 | Zig:8    | Noticed Vyob the pandemonium lord
311123 | Zig:8    | Noticed Esywafid the pandemonium lord
311124 | Zig:8    | Noticed Zimafu the pandemonium lord
311124 | Zig:8    | Killed Xoyxt the pandemonium lord
311124 | Zig:8    | Killed Oceq the pandemonium lord
311124 | Zig:8    | Killed Roypif the pandemonium lord
311124 | Zig:8    | Killed Odycsiuge the pandemonium lord
311124 | Zig:8    | Killed Itorph the pandemonium lord
311124 | Zig:8    | Killed Pedu the pandemonium lord
311125 | Zig:8    | Noticed Adoank the pandemonium lord
311125 | Zig:8    | Noticed Mumnesue the pandemonium lord
311125 | Zig:8    | Noticed Hezisaom the pandemonium lord
311127 | Zig:8    | Noticed Asien the pandemonium lord
311127 | Zig:8    | Killed Jeta the pandemonium lord
311127 | Zig:8    | Killed Hezisaom the pandemonium lord
311128 | Zig:8    | Noticed Xusyutwegi the pandemonium lord
311128 | Zig:8    | Noticed Cakuv the pandemonium lord
311129 | Zig:8    | Noticed Furitejya the pandemonium lord
311129 | Zig:8    | Killed Fialubbo the pandemonium lord
311130 | Zig:8    | Noticed Hixik the pandemonium lord
311130 | Zig:8    | Killed Ehyrestu the pandemonium lord
311131 | Zig:8    | Killed Zimafu the pandemonium lord
311131 | Zig:8    | Killed Furitejya the pandemonium lord
311132 | Zig:8    | Noticed Joypheat the pandemonium lord
311132 | Zig:8    | Killed Esywafid the pandemonium lord
311132 | Zig:8    | Killed Meokhu the pandemonium lord
311132 | Zig:8    | Killed Ubbooxky the pandemonium lord
311132 | Zig:8    | Killed Hixik the pandemonium lord
311133 | Zig:8    | Noticed Foxiren the pandemonium lord
311134 | Zig:8    | Killed Cakuv the pandemonium lord
311134 | Zig:8    | Killed Wuim the pandemonium lord
311134 | Zig:8    | Killed Adoank the pandemonium lord
311134 | Zig:8    | Killed Vyob the pandemonium lord
311135 | Zig:8    | Noticed Tetico the pandemonium lord
311135 | Zig:8    | Noticed Unokke the pandemonium lord
311135 | Zig:8    | Noticed Manynyig the pandemonium lord
311135 | Zig:8    | Killed Mumnesue the pandemonium lord
311136 | Zig:8    | Killed Asien the pandemonium lord
311136 | Zig:8    | Killed Liniet the pandemonium lord
311137 | Zig:8    | Killed Himus the pandemonium lord
311139 | Zig:8    | Killed Qeshrobuu the pandemonium lord
311140 | Zig:8    | Noticed Enaifuplo the pandemonium lord
311140 | Zig:8    | Noticed Agyewock the pandemonium lord
311140 | Zig:8    | Killed Xusyutwegi the pandemonium lord
311140 | Zig:8    | Killed Engesui the pandemonium lord
311140 | Zig:8    | Killed Taulaexi the pandemonium lord
311141 | Zig:8    | Killed Manynyig the pandemonium lord
311142 | Zig:8    | Noticed Roergh the pandemonium lord
311146 | Zig:8    | Noticed Ixiefyidd the pandemonium lord
311146 | Zig:8    | Killed Foxiren the pandemonium lord
311148 | Zig:8    | Killed Keow the pandemonium lord
311149 | Zig:8    | Noticed Aqufikk the pandemonium lord
311153 | Zig:8    | Killed Biby Cedaaw the pandemonium lord
311153 | Zig:8    | Killed Joypheat the pandemonium lord
311155 | Zig:8    | Noticed Ufopsok the pandemonium lord
311155 | Zig:8    | Killed Tetico the pandemonium lord
311155 | Zig:8    | Killed Aqufikk the pandemonium lord
311155 | Zig:8    | Killed Unokke the pandemonium lord
311156 | Zig:8    | Noticed Buch the pandemonium lord
311156 | Zig:8    | Noticed Qistraadu the pandemonium lord
311157 | Zig:8    | Killed Ixiefyidd the pandemonium lord
311157 | Zig:8    | Killed Agyewock the pandemonium lord
311158 | Zig:8    | Noticed Isacoc the pandemonium lord
311159 | Zig:8    | Noticed Qecvao the pandemonium lord
311161 | Zig:8    | Killed Ufopsok the pandemonium lord
311161 | Zig:8    | Killed Buch the pandemonium lord
311161 | Zig:8    | Killed Enaifuplo the pandemonium lord
311163 | Zig:8    | Killed Qistraadu the pandemonium lord
311163 | Zig:8    | Killed Deita the pandemonium lord
311163 | Zig:8    | Killed Isacoc the pandemonium lord
311164 | Zig:8    | Noticed Hiyhiu the pandemonium lord
311164 | Zig:8    | Noticed Utajeisi the pandemonium lord
311164 | Zig:8    | Noticed Godghifu the pandemonium lord
311165 | Zig:8    | Killed Hiyhiu the pandemonium lord
311165 | Zig:8    | Killed Asetialo the pandemonium lord
311165 | Zig:8    | Killed Qecvao the pandemonium lord
311165 | Zig:8    | Killed Roergh the pandemonium lord
311166 | Zig:8    | Noticed Xocwoy the pandemonium lord
311166 | Zig:8    | Noticed Foosisap the pandemonium lord
311166 | Zig:8    | Noticed Fetemix the pandemonium lord
311166 | Zig:8    | Killed Godghifu the pandemonium lord
311167 | Zig:8    | Noticed Zujijea the pandemonium lord
311167 | Zig:8    | Noticed Sile the pandemonium lord
311167 | Zig:8    | Noticed Toatosen the pandemonium lord
311168 | Zig:8    | Noticed Core the pandemonium lord
311169 | Zig:8    | Noticed Keloneme the pandemonium lord
311171 | Zig:8    | Noticed Dotsam the pandemonium lord
311171 | Zig:8    | Killed Sile the pandemonium lord
311172 | Zig:8    | Noticed Fityi the pandemonium lord
311172 | Zig:8    | Noticed Fionext the pandemonium lord
311172 | Zig:8    | Killed Fityi the pandemonium lord
311172 | Zig:8    | Killed Batzysch the pandemonium lord
311177 | Zig:8    | Killed Foytiush the pandemonium lord
311177 | Zig:8    | Killed Utajeisi the pandemonium lord
311177 | Zig:8    | Killed Fetemix the pandemonium lord
311177 | Zig:8    | Killed Zujijea the pandemonium lord
311177 | Zig:8    | Killed Toatosen the pandemonium lord
311180 | Zig:8    | Killed Core the pandemonium lord
311181 | Zig:8    | Killed Xocwoy the pandemonium lord
311185 | Zig:8    | Killed Foosisap the pandemonium lord
311185 | Zig:8    | Killed Fionext the pandemonium lord
311186 | Zig:8    | Killed Keloneme the pandemonium lord
311186 | Zig:8    | Killed Dotsam the pandemonium lord
311211 | Zig:8    | Got a fine ivory ring
311213 | Zig:8    | Identified the ring of Lani {*Slow +Fly rElec rN+ MR+} (You found it on level 8 of a ziggurat)
311229 | Zig:8    | Got a warped glass ring
311230 | Zig:8    | Identified the ring "Anit" {rF- rC+++ AC+2 Str-4 SInv} (You found it on level 8 of a ziggurat)
311472 | Zig:9    | Entered Level 9 of a ziggurat
311548 | Zig:9    | Identified the +0 pair of boots of Eternal Vigilance {MP+9 Int+5} (You found it on level 9 of a ziggurat)
311575 | Zig:10   | Entered Level 10 of a ziggurat
311575 | Zig:10   | Noticed Molaniog the pandemonium lord
311575 | Zig:10   | Noticed Vughe the pandemonium lord
311575 | Zig:10   | Noticed Diapseef the pandemonium lord
311575 | Zig:10   | Noticed Deskyafa the pandemonium lord
311575 | Zig:10   | Noticed Milomp the pandemonium lord
311575 | Zig:10   | Noticed Huyf the pandemonium lord
311575 | Zig:10   | Noticed Sylof the pandemonium lord
311575 | Zig:10   | Noticed Evaafues the pandemonium lord
311575 | Zig:10   | Noticed Vautyn the pandemonium lord
311575 | Zig:10   | Noticed Zathai the pandemonium lord
311575 | Zig:10   | Noticed Cycujuss the pandemonium lord
311575 | Zig:10   | Noticed Eceoloro the pandemonium lord
311575 | Zig:10   | Noticed Luxoadgh the pandemonium lord
311575 | Zig:10   | Noticed Utuac the pandemonium lord
311575 | Zig:10   | Noticed Hofe the pandemonium lord
311575 | Zig:10   | Noticed Voorar the pandemonium lord
311575 | Zig:10   | Noticed Wangoy the pandemonium lord
311575 | Zig:10   | Noticed Honnoebe the pandemonium lord
311575 | Zig:10   | Noticed Beplo the pandemonium lord
311580 | Zig:10   | Killed Evaafues the pandemonium lord
311580 | Zig:10   | Killed Vautyn the pandemonium lord
311581 | Zig:10   | Noticed Rettuowk the pandemonium lord
311581 | Zig:10   | Killed Utuac the pandemonium lord
311582 | Zig:10   | Noticed Giorphipn the pandemonium lord
311583 | Zig:10   | Noticed Peawn the pandemonium lord
311584 | Zig:10   | Killed Honnoebe the pandemonium lord
311585 | Zig:10   | Killed Diapseef the pandemonium lord
311585 | Zig:10   | Killed Vughe the pandemonium lord
311585 | Zig:10   | Killed Wangoy the pandemonium lord
311585 | Zig:10   | Killed Sylof the pandemonium lord
311585 | Zig:10   | Killed Eceoloro the pandemonium lord
311586 | Zig:10   | Killed Voorar the pandemonium lord
311587 | Zig:10   | Noticed Iriosan the pandemonium lord
311588 | Zig:10   | Killed Deskyafa the pandemonium lord
311589 | Zig:10   | Noticed Ynkiupp the pandemonium lord
311591 | Zig:10   | Noticed Gavongo the pandemonium lord
311596 | Zig:10   | Killed Gavongo the pandemonium lord
311597 | Zig:10   | Killed Giorphipn the pandemonium lord
311597 | Zig:10   | Killed Zathai the pandemonium lord
311598 | Zig:10   | Killed Cycujuss the pandemonium lord
311600 | Zig:10   | Noticed Byativex the pandemonium lord
311601 | Zig:10   | Noticed Lamnonam the pandemonium lord
311601 | Zig:10   | Noticed Ruiczaypn the pandemonium lord
311602 | Zig:10   | Killed Milomp the pandemonium lord
311603 | Zig:10   | Noticed Nyunob the pandemonium lord
311603 | Zig:10   | Noticed Gosing the pandemonium lord
311605 | Zig:10   | Noticed Kovvebuc the pandemonium lord
311605 | Zig:10   | Killed Kovvebuc the pandemonium lord
311605 | Zig:10   | Killed Huyf the pandemonium lord
311605 | Zig:10   | Killed Luxoadgh the pandemonium lord
311605 | Zig:10   | Killed Molaniog the pandemonium lord
311605 | Zig:10   | Killed Byativex the pandemonium lord
311607 | Zig:10   | Noticed Hyfaet the pandemonium lord
311607 | Zig:10   | Noticed Xeochock the pandemonium lord
311609 | Zig:10   | Noticed Yqimmuym the pandemonium lord
311609 | Zig:10   | Noticed Pol Ysi the pandemonium lord
311609 | Zig:10   | Noticed Qopleh the pandemonium lord
311610 | Zig:10   | Noticed Nesoz the pandemonium lord
311611 | Zig:10   | Noticed Uga Gaun the pandemonium lord
311611 | Zig:10   | Killed Peawn the pandemonium lord
311611 | Zig:10   | Killed Rettuowk the pandemonium lord
311611 | Zig:10   | Killed Nyunob the pandemonium lord
311611 | Zig:10   | Killed Pol Ysi the pandemonium lord
311612 | Zig:10   | Noticed Yjiur the pandemonium lord
311612 | Zig:10   | Noticed Baelis the pandemonium lord
311613 | Zig:10   | Noticed Ydoma the pandemonium lord
311613 | Zig:10   | Noticed Bigrio Beepp the pandemonium lord
311613 | Zig:10   | Noticed Galluts the pandemonium lord
311613 | Zig:10   | Noticed Zelyphua the pandemonium lord
311614 | Zig:10   | Noticed Umposuamp the pandemonium lord
311614 | Zig:10   | Killed Hyfaet the pandemonium lord
311614 | Zig:10   | Killed Qopleh the pandemonium lord
311615 | Zig:10   | Noticed Toddyl the pandemonium lord
311615 | Zig:10   | Noticed Xauja the pandemonium lord
311615 | Zig:10   | Killed Reynoaci the pandemonium lord
311615 | Zig:10   | Killed Quusel the pandemonium lord
311615 | Zig:10   | Killed Iriosan the pandemonium lord
311615 | Zig:10   | Killed Galluts the pandemonium lord
311615 | Zig:10   | Killed Ynkiupp the pandemonium lord
311615 | Zig:10   | Killed Gosing the pandemonium lord
311615 | Zig:10   | Killed Magratro the pandemonium lord
311615 | Zig:10   | Killed Toynt the pandemonium lord
311615 | Zig:10   | Killed Xauja the pandemonium lord
311617 | Zig:10   | Killed Toddyl the pandemonium lord
311617 | Zig:10   | Killed Zelyphua the pandemonium lord
311617 | Zig:10   | Killed Hofe the pandemonium lord
311619 | Zig:10   | Noticed Gioff the pandemonium lord
311620 | Zig:10   | Noticed Yruyteg the pandemonium lord
311620 | Zig:10   | Noticed Qaujotwo the pandemonium lord
311620 | Zig:10   | Killed Xitzuani the pandemonium lord
311620 | Zig:10   | Killed Adipan the pandemonium lord
311621 | Zig:10   | Killed Baelis the pandemonium lord
311621 | Zig:10   | Killed Bigrio Beepp the pandemonium lord
311621 | Zig:10   | Killed Deykis the pandemonium lord
311621 | Zig:10   | Killed Yjiur the pandemonium lord
311621 | Zig:10   | Killed Ydoma the pandemonium lord
311621 | Zig:10   | Killed Uga Gaun the pandemonium lord
311621 | Zig:10   | Killed Umposuamp the pandemonium lord
311622 | Zig:10   | Killed Lamnonam the pandemonium lord
311623 | Zig:10   | Noticed Wyes the pandemonium lord
311623 | Zig:10   | Killed Yqimmuym the pandemonium lord
311623 | Zig:10   | Killed Nesoz the pandemonium lord
311625 | Zig:10   | Noticed Ykhoseon the pandemonium lord
311625 | Zig:10   | Killed Qiogasurch the pandemonium lord
311625 | Zig:10   | Killed Gioff the pandemonium lord
311625 | Zig:10   | Killed Maelau the pandemonium lord
311627 | Zig:10   | Killed Qaujotwo the pandemonium lord
311628 | Zig:10   | Noticed Asops the pandemonium lord
311628 | Zig:10   | Killed Ruiczaypn the pandemonium lord
311629 | Zig:10   | Noticed Qemeojups the pandemonium lord
311629 | Zig:10   | Noticed Pocy the pandemonium lord
311630 | Zig:10   | Noticed Quugony the pandemonium lord
311630 | Zig:10   | Killed Xeochock the pandemonium lord
311631 | Zig:10   | Noticed Etziroj the pandemonium lord
311632 | Zig:10   | Noticed Hanus the pandemonium lord
311632 | Zig:10   | Noticed Axeruic the pandemonium lord
311632 | Zig:10   | Noticed Ywoul the pandemonium lord
311633 | Zig:10   | Noticed Siyj the pandemonium lord
311634 | Zig:10   | Noticed Qohug the pandemonium lord
311634 | Zig:10   | Killed Beplo the pandemonium lord
311636 | Zig:10   | Killed Ywoul the pandemonium lord
311636 | Zig:10   | Killed Ykhoseon the pandemonium lord
311639 | Zig:10   | Noticed Ryqyvekh the pandemonium lord
311639 | Zig:10   | Killed Yruyteg the pandemonium lord
311640 | Zig:10   | Noticed Ciubemerph the pandemonium lord
311640 | Zig:10   | Killed Qemeojups the pandemonium lord
311640 | Zig:10   | Killed Hanus the pandemonium lord
311642 | Zig:10   | Killed Wyes the pandemonium lord
311644 | Zig:10   | Killed Asops the pandemonium lord
311644 | Zig:10   | Noticed Taup the pandemonium lord
311644 | Zig:10   | Noticed Izxasi the pandemonium lord
311644 | Zig:10   | Noticed Cinnen the pandemonium lord
311644 | Zig:10   | Noticed Gamutoxi the pandemonium lord
311645 | Zig:10   | Noticed Gycuomn the pandemonium lord
311649 | Zig:10   | Killed Axeruic the pandemonium lord
311651 | Zig:10   | Noticed Beiwen the pandemonium lord
311651 | Zig:10   | Killed Cinnen the pandemonium lord
311651 | Zig:10   | Killed Duopp the pandemonium lord
311651 | Zig:10   | Killed Quugony the pandemonium lord
311651 | Zig:10   | Killed Taup the pandemonium lord
311653 | Zig:10   | Killed Beiwen the pandemonium lord
311653 | Zig:10   | Killed Siyj the pandemonium lord
311653 | Zig:10   | Killed Etziroj the pandemonium lord
311653 | Zig:10   | Killed Pocy the pandemonium lord
311654 | Zig:10   | Killed Ryqyvekh the pandemonium lord
311655 | Zig:10   | Noticed Pirhot the pandemonium lord
311655 | Zig:10   | Killed Qohug the pandemonium lord
311657 | Zig:10   | Killed Gamutoxi the pandemonium lord
311658 | Zig:10   | Noticed Gemirghe the pandemonium lord
311659 | Zig:10   | Noticed Aviumm the pandemonium lord
311661 | Zig:10   | Killed Pirhot the pandemonium lord
311661 | Zig:10   | Killed Gycuomn the pandemonium lord
311661 | Zig:10   | Killed Aviumm the pandemonium lord
311663 | Zig:10   | Killed Ciubemerph the pandemonium lord
311663 | Zig:10   | Killed Wahash the pandemonium lord
311663 | Zig:10   | Killed Gemirghe the pandemonium lord
311668 | Zig:10   | Noticed Zariahoi the pandemonium lord
311668 | Zig:10   | Noticed Fit Cuka the pandemonium lord
311671 | Zig:10   | Killed Fit Cuka the pandemonium lord
311671 | Zig:10   | Killed Izxasi the pandemonium lord
311672 | Zig:10   | Killed Zariahoi the pandemonium lord
311700 | Zig:10   | Identified the +0 helmet "Zaquwnes" {Int+2} (You found it on level 10 of a ziggurat)
311743 | Zig:10   | Identified the cursed -1 cloak "Offu" {Dex+4} (You found it on level 10 of a ziggurat)
311981 | Zig:11   | Entered Level 11 of a ziggurat
312021 | Zig:11   | Got a pitted steel ring
312023 | Zig:11   | Identified the ring of Wesuofiyts {-Tele Int+7 Stlth+} (You found it on level 11 of a ziggurat)
312029 | Zig:11   | Got a coiled iron ring
312030 | Zig:11   | Identified the ring of Beafergh {Ice *Slow rPois Str+6} (You found it on level 11 of a ziggurat)
312038 | Zig:11   | Got a twitching marble ring
312039 | Zig:11   | Identified the ring "Yhu Zioj" {rC+ rN+ MP+9} (You found it on level 11 of a ziggurat)
312053 | Zig:11   | Got a coiled iron ring
312057 | Zig:11   | Identified the ring "Vissuc" {+Blink rN+ Str-2 SInv} (You found it on level 11 of a ziggurat)
312214 | Zig:12   | Entered Level 12 of a ziggurat
312284 | Zig:12   | Got a wavering ruby amulet
312285 | Zig:12   | Identified the amulet of Broken Luck {Inacc Str+6 Stlth-} (You found it on level 12 of a ziggurat)
312322 | Zig:13   | Entered Level 13 of a ziggurat
312412 | Zig:13   | Got a translucent bronze ring
312414 | Zig:13   | Identified the ring of Yreasmeq {MR+ AC+3 Dex+3} (You found it on level 13 of a ziggurat)
312572 | Zig:14   | Entered Level 14 of a ziggurat
312572 | Zig:14   | Noticed a juggernaut
312572 | Zig:14   | Noticed a juggernaut
312572 | Zig:14   | Noticed a juggernaut
312572 | Zig:14   | Noticed a juggernaut
312572 | Zig:14   | Noticed a juggernaut
312572 | Zig:14   | Noticed a juggernaut
312572 | Zig:14   | Noticed a juggernaut
312572 | Zig:14   | Noticed a juggernaut
312572 | Zig:14   | Noticed a juggernaut
312576 | Zig:14   | Noticed a juggernaut
312576 | Zig:14   | Noticed a juggernaut
312581 | Zig:14   | Killed a juggernaut
312581 | Zig:14   | Killed a juggernaut
312581 | Zig:14   | Killed a juggernaut
312581 | Zig:14   | Killed a juggernaut
312581 | Zig:14   | Killed a juggernaut
312581 | Zig:14   | Killed a juggernaut
312581 | Zig:14   | Killed a juggernaut
312581 | Zig:14   | Killed a juggernaut
312581 | Zig:14   | Killed a juggernaut
312581 | Zig:14   | Killed a juggernaut
312581 | Zig:14   | Killed a juggernaut
312582 | Zig:14   | Noticed a juggernaut
312582 | Zig:14   | Noticed a juggernaut
312582 | Zig:14   | Noticed a juggernaut
312583 | Zig:14   | Noticed a juggernaut
312585 | Zig:14   | Noticed a juggernaut
312586 | Zig:14   | Noticed a juggernaut
312588 | Zig:14   | Noticed a juggernaut
312589 | Zig:14   | Killed a juggernaut
312589 | Zig:14   | Killed a juggernaut
312589 | Zig:14   | Killed a juggernaut
312589 | Zig:14   | Killed a juggernaut
312589 | Zig:14   | Killed a juggernaut
312589 | Zig:14   | Killed a juggernaut
312589 | Zig:14   | Killed a juggernaut
312590 | Zig:14   | Noticed a juggernaut
312596 | Zig:14   | Noticed a juggernaut
312598 | Zig:14   | Noticed a juggernaut
312598 | Zig:14   | Noticed a juggernaut
312598 | Zig:14   | Noticed a juggernaut
312602 | Zig:14   | Noticed a juggernaut
312602 | Zig:14   | Killed a juggernaut
312602 | Zig:14   | Killed a juggernaut
312602 | Zig:14   | Killed a juggernaut
312602 | Zig:14   | Killed a juggernaut
312602 | Zig:14   | Killed a juggernaut
312605 | Zig:14   | Noticed a juggernaut
312606 | Zig:14   | Noticed a juggernaut
312606 | Zig:14   | Noticed a juggernaut
312610 | Zig:14   | Killed a juggernaut
312610 | Zig:14   | Killed a juggernaut
312610 | Zig:14   | Killed a juggernaut
312610 | Zig:14   | Killed a juggernaut
312610 | Zig:14   | Noticed a juggernaut
312611 | Zig:14   | Noticed a juggernaut
312613 | Zig:14   | Noticed a juggernaut
312613 | Zig:14   | Noticed a juggernaut
312614 | Zig:14   | Noticed a juggernaut
312614 | Zig:14   | Noticed a juggernaut
312614 | Zig:14   | Noticed a juggernaut
312616 | Zig:14   | Noticed a juggernaut
312616 | Zig:14   | Noticed a juggernaut
312617 | Zig:14   | Noticed a juggernaut
312617 | Zig:14   | Noticed a juggernaut
312618 | Zig:14   | Noticed a juggernaut
312624 | Zig:14   | Noticed a juggernaut
312624 | Zig:14   | Killed a juggernaut
312624 | Zig:14   | Killed a juggernaut
312624 | Zig:14   | Killed a juggernaut
312624 | Zig:14   | Killed a juggernaut
312624 | Zig:14   | Killed a juggernaut
312624 | Zig:14   | Killed a juggernaut
312624 | Zig:14   | Killed a juggernaut
312624 | Zig:14   | Killed a juggernaut
312624 | Zig:14   | Killed a juggernaut
312624 | Zig:14   | Killed a juggernaut
312624 | Zig:14   | Killed a juggernaut
312624 | Zig:14   | Killed a juggernaut
312629 | Zig:14   | Noticed a juggernaut
312629 | Zig:14   | Noticed a juggernaut
312634 | Zig:14   | Noticed a juggernaut
312637 | Zig:14   | Killed a juggernaut
312639 | Zig:14   | Killed a juggernaut
312639 | Zig:14   | Killed a juggernaut
312639 | Zig:14   | Killed a juggernaut
312640 | Zig:14   | Noticed a juggernaut
312643 | Zig:14   | Noticed a juggernaut
312645 | Zig:14   | Noticed a juggernaut
312654 | Zig:14   | Killed a juggernaut
312654 | Zig:14   | Killed a juggernaut
312654 | Zig:14   | Killed a juggernaut
312725 | Zig:14   | Got a transparent pewter ring
312727 | Zig:14   | Identified the ring of Yendor {MR+ Dex+2} (You found it on level 14 of a ziggurat)
312733 | Zig:14   | Got a faintly glowing lead ring
312734 | Zig:14   | Identified the ring of Bifroabro {rPois Str+3} (You found it on level 14 of a ziggurat)
312755 | Zig:14   | Got a steaming ruby amulet
312756 | Zig:14   | Identified the amulet of Jealousy {Faith +Fly MR- Int-5 Dex+9} (You found it on level 14 of a ziggurat)
312901 | Zig:15   | Entered Level 15 of a ziggurat
312901 | Zig:15   | Noticed a greater mummy
312901 | Zig:15   | Noticed a greater mummy
312901 | Zig:15   | Noticed a greater mummy
312901 | Zig:15   | Noticed a greater mummy
312901 | Zig:15   | Noticed a greater mummy
312901 | Zig:15   | Noticed a greater mummy
312901 | Zig:15   | Noticed a greater mummy
312901 | Zig:15   | Noticed a greater mummy
312901 | Zig:15   | Noticed a greater mummy
312904 | Zig:15   | Killed a greater mummy
312906 | Zig:15   | Noticed a greater mummy
312906 | Zig:15   | Killed a greater mummy
312906 | Zig:15   | Killed a greater mummy
312906 | Zig:15   | Killed a greater mummy
312906 | Zig:15   | Killed a greater mummy
312906 | Zig:15   | Killed a greater mummy
312906 | Zig:15   | Killed a greater mummy
312907 | Zig:15   | Noticed a greater mummy
312907 | Zig:15   | Noticed a greater mummy
312908 | Zig:15   | Noticed a greater mummy
312908 | Zig:15   | Noticed a greater mummy
312908 | Zig:15   | Noticed a greater mummy
312908 | Zig:15   | Noticed a greater mummy
312908 | Zig:15   | Noticed a greater mummy
312909 | Zig:15   | Noticed a greater mummy
312909 | Zig:15   | Killed a greater mummy
312909 | Zig:15   | Killed a greater mummy
312911 | Zig:15   | Noticed a greater mummy
312911 | Zig:15   | Killed a greater mummy
312912 | Zig:15   | Killed a greater mummy
312912 | Zig:15   | Killed a greater mummy
312912 | Zig:15   | Killed a greater mummy
312912 | Zig:15   | Killed a greater mummy
312912 | Zig:15   | Killed a greater mummy
312912 | Zig:15   | Killed a greater mummy
312912 | Zig:15   | Killed a greater mummy
312913 | Zig:15   | Killed a greater mummy
312913 | Zig:15   | Killed a greater mummy
312914 | Zig:15   | Noticed a greater mummy
312915 | Zig:15   | Noticed a greater mummy
312918 | Zig:15   | Noticed a greater mummy
312918 | Zig:15   | Noticed a greater mummy
312918 | Zig:15   | Noticed a greater mummy
312919 | Zig:15   | Noticed a greater mummy
312920 | Zig:15   | Noticed a greater mummy
312920 | Zig:15   | Noticed a greater mummy
312920 | Zig:15   | Noticed a greater mummy
312920 | Zig:15   | Killed a greater mummy
312922 | Zig:15   | Killed a greater mummy
312922 | Zig:15   | Killed a greater mummy
312922 | Zig:15   | Killed a greater mummy
312922 | Zig:15   | Killed a greater mummy
312923 | Zig:15   | Noticed a greater mummy
312924 | Zig:15   | Noticed a greater mummy
312924 | Zig:15   | Noticed a greater mummy
312924 | Zig:15   | Noticed a greater mummy
312925 | Zig:15   | Killed a greater mummy
312925 | Zig:15   | Killed a greater mummy
312925 | Zig:15   | Killed a greater mummy
312926 | Zig:15   | Noticed a greater mummy
312926 | Zig:15   | Noticed a greater mummy
312926 | Zig:15   | Noticed a greater mummy
312926 | Zig:15   | Killed a greater mummy
312927 | Zig:15   | Killed a greater mummy
312928 | Zig:15   | Noticed a greater mummy
312928 | Zig:15   | Noticed a greater mummy
312928 | Zig:15   | Noticed a greater mummy
312928 | Zig:15   | Killed a greater mummy
312928 | Zig:15   | Killed a greater mummy
312928 | Zig:15   | Killed a greater mummy
312929 | Zig:15   | Noticed a greater mummy
312930 | Zig:15   | Noticed a greater mummy
312930 | Zig:15   | Noticed a greater mummy
312930 | Zig:15   | Noticed a greater mummy
312930 | Zig:15   | Noticed a greater mummy
312930 | Zig:15   | Noticed a greater mummy
312931 | Zig:15   | Noticed a greater mummy
312932 | Zig:15   | Noticed a greater mummy
312933 | Zig:15   | Killed a greater mummy
312934 | Zig:15   | Noticed a greater mummy
312934 | Zig:15   | Killed a greater mummy
312935 | Zig:15   | Noticed a greater mummy
312935 | Zig:15   | Killed a greater mummy
312935 | Zig:15   | Killed a greater mummy
312935 | Zig:15   | Killed a greater mummy
312935 | Zig:15   | Killed a greater mummy
312935 | Zig:15   | Killed a greater mummy
312935 | Zig:15   | Killed a greater mummy
312936 | Zig:15   | Killed a greater mummy
312936 | Zig:15   | Killed a greater mummy
312936 | Zig:15   | Killed a greater mummy
312936 | Zig:15   | Killed a greater mummy
312940 | Zig:15   | Killed a greater mummy
312940 | Zig:15   | Killed a greater mummy
312941 | Zig:15   | Killed a greater mummy
312942 | Zig:15   | Noticed a greater mummy
312942 | Zig:15   | Noticed a greater mummy
312942 | Zig:15   | Killed a greater mummy
312943 | Zig:15   | Noticed a greater mummy
312945 | Zig:15   | Killed a greater mummy
312946 | Zig:15   | Killed a greater mummy
312947 | Zig:15   | Killed a greater mummy
313050 | Zig:16   | Entered Level 16 of a ziggurat
313315 | Zig:16   | Got a shimmering bronze ring
313317 | Zig:16   | Identified the ring "Musmase" {rElec rF+ Str-2 Int+6 Slay-5} (You found it on level 16 of a ziggurat)
313331 | Zig:16   | Got a scintillating golden ring
313332 | Zig:16   | Identified the ring "Tuheast" {rN+ Str+4 Slay+1 SInv} (You found it on level 16 of a ziggurat)
313431 | Zig:17   | Entered Level 17 of a ziggurat
313501 | Zig:17   | Got a glittering jade ring
313503 | Zig:17   | Identified the ring of Disigiapp {rPois AC+2 Slay+2} (You found it on level 17 of a ziggurat)
313509 | Zig:17   | Got a smoking diamond amulet
313510 | Zig:17   | Identified the amulet "Iski Luiko" {Spirit -Tele +Inv rElec rPois} (You found it on level 17 of a ziggurat)
313691 | Zig:17   | Got a translucent bronze ring
313692 | Zig:17   | Identified the ring of Kavvo {+Inv rElec SInv Stlth-} (You found it on level 17 of a ziggurat)
313705 | Zig:17   | Identified the +1 hat "Vugaegar" {rPois MR++ rCorr Int+2} (You found it on level 17 of a ziggurat)
313709 | Zig:17   | Identified the cursed +1 pearl dragon scales "Sasis" {rN+ Str+2} (You found it on level 17 of a ziggurat)
313731 | Zig:17   | Identified Wylovas's Tome of the Supportive Compass
313742 | Zig:18   | Entered Level 18 of a ziggurat
313742 | Zig:18   | Noticed an orb of fire
313742 | Zig:18   | Noticed an orb of fire
313742 | Zig:18   | Noticed an orb of fire
313742 | Zig:18   | Noticed an orb of fire
313742 | Zig:18   | Noticed an orb of fire
313742 | Zig:18   | Noticed an orb of fire
313742 | Zig:18   | Noticed an orb of fire
313742 | Zig:18   | Noticed an orb of fire
313742 | Zig:18   | Noticed an orb of fire
313742 | Zig:18   | Noticed an orb of fire
313742 | Zig:18   | Noticed an orb of fire
313742 | Zig:18   | Noticed an orb of fire
313742 | Zig:18   | Noticed an orb of fire
313742 | Zig:18   | Noticed an orb of fire
313747 | Zig:18   | Noticed an orb of fire
313747 | Zig:18   | Noticed an orb of fire
313748 | Zig:18   | Noticed an orb of fire
313748 | Zig:18   | Killed an orb of fire
313749 | Zig:18   | Noticed an orb of fire
313749 | Zig:18   | Noticed an orb of fire
313750 | Zig:18   | Noticed an orb of fire
313750 | Zig:18   | Killed an orb of fire
313750 | Zig:18   | Killed an orb of fire
313750 | Zig:18   | Killed an orb of fire
313751 | Zig:18   | Noticed an orb of fire
313751 | Zig:18   | Noticed an orb of fire
313753 | Zig:18   | Noticed an orb of fire
313753 | Zig:18   | Killed an orb of fire
313753 | Zig:18   | Killed an orb of fire
313753 | Zig:18   | Killed an orb of fire
313753 | Zig:18   | Killed an orb of fire
313753 | Zig:18   | Killed an orb of fire
313753 | Zig:18   | Killed an orb of fire
313753 | Zig:18   | Killed an orb of fire
313754 | Zig:18   | Noticed an orb of fire
313755 | Zig:18   | Noticed an orb of fire
313755 | Zig:18   | Noticed an orb of fire
313756 | Zig:18   | Noticed an orb of fire
313756 | Zig:18   | Killed an orb of fire
313757 | Zig:18   | Killed an orb of fire
313757 | Zig:18   | Killed an orb of fire
313757 | Zig:18   | Killed an orb of fire
313757 | Zig:18   | Killed an orb of fire
313759 | Zig:18   | Killed an orb of fire
313759 | Zig:18   | Killed an orb of fire
313759 | Zig:18   | Killed an orb of fire
313759 | Zig:18   | Killed an orb of fire
313759 | Zig:18   | Killed an orb of fire
313759 | Zig:18   | Killed an orb of fire
313760 | Zig:18   | Noticed an orb of fire
313760 | Zig:18   | Noticed an orb of fire
313761 | Zig:18   | Killed an orb of fire
313761 | Zig:18   | Killed an orb of fire
313762 | Zig:18   | Noticed an orb of fire
313762 | Zig:18   | Noticed an orb of fire
313763 | Zig:18   | Noticed an orb of fire
313763 | Zig:18   | Killed an orb of fire
313765 | Zig:18   | Noticed an orb of fire
313765 | Zig:18   | Noticed an orb of fire
313765 | Zig:18   | Killed an orb of fire
313766 | Zig:18   | Noticed an orb of fire
313766 | Zig:18   | Killed an orb of fire
313766 | Zig:18   | Killed an orb of fire
313767 | Zig:18   | Noticed an orb of fire
313767 | Zig:18   | Noticed an orb of fire
313767 | Zig:18   | Killed an orb of fire
313768 | Zig:18   | Noticed an orb of fire
313768 | Zig:18   | Noticed an orb of fire
313768 | Zig:18   | Killed an orb of fire
313768 | Zig:18   | Killed an orb of fire
313768 | Zig:18   | Killed an orb of fire
313769 | Zig:18   | Killed an orb of fire
313770 | Zig:18   | Noticed an orb of fire
313770 | Zig:18   | Noticed an orb of fire
313770 | Zig:18   | Noticed an orb of fire
313773 | Zig:18   | Noticed an orb of fire
313774 | Zig:18   | Noticed an orb of fire
313774 | Zig:18   | Noticed an orb of fire
313774 | Zig:18   | Noticed an orb of fire
313774 | Zig:18   | Killed an orb of fire
313774 | Zig:18   | Killed an orb of fire
313775 | Zig:18   | Noticed an orb of fire
313775 | Zig:18   | Noticed an orb of fire
313776 | Zig:18   | Noticed an orb of fire
313776 | Zig:18   | Killed an orb of fire
313777 | Zig:18   | Noticed an orb of fire
313777 | Zig:18   | Noticed an orb of fire
313777 | Zig:18   | Noticed an orb of fire
313777 | Zig:18   | Noticed an orb of fire
313777 | Zig:18   | Noticed an orb of fire
313777 | Zig:18   | Noticed an orb of fire
313777 | Zig:18   | Killed an orb of fire
313777 | Zig:18   | Killed an orb of fire
313777 | Zig:18   | Killed an orb of fire
313778 | Zig:18   | Noticed an orb of fire
313778 | Zig:18   | Killed an orb of fire
313778 | Zig:18   | Killed an orb of fire
313778 | Zig:18   | Killed an orb of fire
313778 | Zig:18   | Killed an orb of fire
313778 | Zig:18   | Killed an orb of fire
313778 | Zig:18   | Killed an orb of fire
313778 | Zig:18   | Killed an orb of fire
313779 | Zig:18   | Noticed an orb of fire
313779 | Zig:18   | Killed an orb of fire
313779 | Zig:18   | Killed an orb of fire
313779 | Zig:18   | Killed an orb of fire
313779 | Zig:18   | Killed an orb of fire
313779 | Zig:18   | Killed an orb of fire
313779 | Zig:18   | Killed an orb of fire
313779 | Zig:18   | Killed an orb of fire
313779 | Zig:18   | Killed an orb of fire
313780 | Zig:18   | Noticed an orb of fire
313781 | Zig:18   | Noticed an orb of fire
313781 | Zig:18   | Noticed an orb of fire
313781 | Zig:18   | Killed an orb of fire
313782 | Zig:18   | Noticed an orb of fire
313782 | Zig:18   | Noticed an orb of fire
313783 | Zig:18   | Noticed an orb of fire
313783 | Zig:18   | Noticed an orb of fire
313783 | Zig:18   | Noticed an orb of fire
313784 | Zig:18   | Killed an orb of fire
313785 | Zig:18   | Killed an orb of fire
313786 | Zig:18   | Noticed an orb of fire
313787 | Zig:18   | Noticed an orb of fire
313787 | Zig:18   | Noticed an orb of fire
313787 | Zig:18   | Killed an orb of fire
313789 | Zig:18   | Noticed an orb of fire
313789 | Zig:18   | Noticed an orb of fire
313789 | Zig:18   | Noticed an orb of fire
313789 | Zig:18   | Noticed an orb of fire
313789 | Zig:18   | Noticed an orb of fire
313789 | Zig:18   | Noticed an orb of fire
313790 | Zig:18   | Noticed an orb of fire
313790 | Zig:18   | Noticed an orb of fire
313791 | Zig:18   | Noticed an orb of fire
313791 | Zig:18   | Noticed an orb of fire
313791 | Zig:18   | Noticed an orb of fire
313792 | Zig:18   | Noticed an orb of fire
313792 | Zig:18   | Killed an orb of fire
313793 | Zig:18   | Noticed an orb of fire
313793 | Zig:18   | Killed an orb of fire
313794 | Zig:18   | Noticed an orb of fire
313794 | Zig:18   | Killed an orb of fire
313794 | Zig:18   | Killed an orb of fire
313794 | Zig:18   | Killed an orb of fire
313794 | Zig:18   | Killed an orb of fire
313794 | Zig:18   | Killed an orb of fire
313795 | Zig:18   | Noticed an orb of fire
313795 | Zig:18   | Killed an orb of fire
313795 | Zig:18   | Killed an orb of fire
313795 | Zig:18   | Killed an orb of fire
313795 | Zig:18   | Killed an orb of fire
313795 | Zig:18   | Killed an orb of fire
313796 | Zig:18   | Noticed an orb of fire
313796 | Zig:18   | Noticed an orb of fire
313796 | Zig:18   | Noticed an orb of fire
313796 | Zig:18   | Noticed an orb of fire
313796 | Zig:18   | Killed an orb of fire
313796 | Zig:18   | Killed an orb of fire
313796 | Zig:18   | Killed an orb of fire
313798 | Zig:18   | Killed an orb of fire
313798 | Zig:18   | Killed an orb of fire
313798 | Zig:18   | Killed an orb of fire
313798 | Zig:18   | Killed an orb of fire
313798 | Zig:18   | Killed an orb of fire
313800 | Zig:18   | Noticed an orb of fire
313801 | Zig:18   | Killed an orb of fire
313804 | Zig:18   | Killed an orb of fire
313804 | Zig:18   | Killed an orb of fire
313805 | Zig:18   | Noticed an orb of fire
313805 | Zig:18   | Killed an orb of fire
313805 | Zig:18   | Killed an orb of fire
313806 | Zig:18   | Killed an orb of fire
313806 | Zig:18   | Killed an orb of fire
313806 | Zig:18   | Killed an orb of fire
313807 | Zig:18   | Noticed an orb of fire
313808 | Zig:18   | Killed an orb of fire
313809 | Zig:18   | Noticed an orb of fire
313809 | Zig:18   | Noticed an orb of fire
313809 | Zig:18   | Noticed an orb of fire
313810 | Zig:18   | Noticed an orb of fire
313810 | Zig:18   | Noticed an orb of fire
313810 | Zig:18   | Killed an orb of fire
313813 | Zig:18   | Noticed an orb of fire
313813 | Zig:18   | Killed an orb of fire
313813 | Zig:18   | Killed an orb of fire
313814 | Zig:18   | Killed an orb of fire
313815 | Zig:18   | Noticed an orb of fire
313815 | Zig:18   | Noticed an orb of fire
313815 | Zig:18   | Killed an orb of fire
313816 | Zig:18   | Noticed an orb of fire
313818 | Zig:18   | Noticed an orb of fire
313821 | Zig:18   | Noticed an orb of fire
313821 | Zig:18   | Killed an orb of fire
313821 | Zig:18   | Killed an orb of fire
313821 | Zig:18   | Killed an orb of fire
313823 | Zig:18   | Killed an orb of fire
313824 | Zig:18   | Killed an orb of fire
313826 | Zig:18   | Noticed an orb of fire
313826 | Zig:18   | Noticed an orb of fire
313828 | Zig:18   | Killed an orb of fire
313828 | Zig:18   | Killed an orb of fire
313829 | Zig:18   | Noticed an orb of fire
313829 | Zig:18   | Noticed an orb of fire
313829 | Zig:18   | Noticed an orb of fire
313831 | Zig:18   | Noticed an orb of fire
313833 | Zig:18   | Noticed an orb of fire
313834 | Zig:18   | Killed an orb of fire
313835 | Zig:18   | Killed an orb of fire
313835 | Zig:18   | Killed an orb of fire
313835 | Zig:18   | Killed an orb of fire
313838 | Zig:18   | Killed an orb of fire
313838 | Zig:18   | Killed an orb of fire
313838 | Zig:18   | Killed an orb of fire
313841 | Zig:18   | Noticed an orb of fire
313843 | Zig:18   | Killed an orb of fire
313845 | Zig:18   | Noticed an orb of fire
313846 | Zig:18   | Noticed an orb of fire
313849 | Zig:18   | Killed an orb of fire
313849 | Zig:18   | Killed an orb of fire
313851 | Zig:18   | Noticed an orb of fire
313854 | Zig:18   | Killed an orb of fire
313856 | Zig:18   | Noticed an orb of fire
313859 | Zig:18   | Killed an orb of fire
313864 | Zig:18   | Killed an orb of fire
313864 | Zig:18   | Killed an orb of fire
313911 | Zig:18   | Got a twitching golden ring
313913 | Zig:18   | Identified the ring "Qyxyzabb" {rCorr Dex+6} (You found it on level 18 of a ziggurat)
313948 | Zig:18   | Identified the Guide on Helpful Companions
314072 | Zig:18   | Got a translucent broad axe
314073 | Zig:18   | Identified the +10 broad axe "Vufirph" {protect, *Corrode +Inv rPois Dex-3} (You found it on level 18 of a ziggurat)
314130 | Zig:19   | Entered Level 19 of a ziggurat
314316 | Zig:19   | Got a steaming glass ring
314317 | Zig:19   | Identified the cursed ring of Arid {rC+ EV-6 Int+3} (You found it on level 19 of a ziggurat)
314382 | Zig:20   | Entered Level 20 of a ziggurat
314614 | Zig:20   | Identified the Disquisition on Freezing Flight
314625 | Zig:20   | Identified the Grimoire of Flight and Dark Arts
314640 | Zig:20   | Got a crude brass ring
314642 | Zig:20   | Identified the ring of Gitaocu {*Slow Int+9 Slay-2 SInv Stlth+} (You found it on level 20 of a ziggurat)
314654 | Zig:20   | Got a steaming iron ring
314655 | Zig:20   | Identified the ring "Odomin" {rPois rC+ rN+ Str+4 SInv} (You found it on level 20 of a ziggurat)
314779 | Zig:20   | Got a clouded copper ring
314781 | Zig:20   | Identified Rahaacloa's Compendium of Fiery Transmutation
314791 | Zig:20   | Identified the ring "Ufocunun" {rPois rN+} (You found it on level 20 of a ziggurat)
314828 | Zig:21   | Entered Level 21 of a ziggurat
314903 | Zig:21   | Got a vibrating lapis lazuli ring
314905 | Zig:21   | Identified the ring "Jezec" {+Inv rElec rPois Int-4 Dex+2} (You found it on level 21 of a ziggurat)
314910 | Zig:21   | Identified the +1 cloak of the Lich-sworn {+Blink Str+5} (You found it on level 21 of a ziggurat)
315265 | Zig:21   | Identified the Papyrus of the Earthen Snowflakes
315274 | Zig:22   | Entered Level 22 of a ziggurat
315355 | Zig:22   | Noticed Hazo Cije the pandemonium lord
315375 | Zig:22   | Killed Hazo Cije the pandemonium lord
315455 | Zig:22   | Got a flickering platinum ring
315457 | Zig:22   | Identified the ring "Meagie" {rCorr *Slow rElec rPois rF-} (You found it on level 22 of a ziggurat)
315654 | Zig:22   | Identified the +0 pair of gloves of Coss {rN+ Slay+6} (You found it on level 22 of a ziggurat)
315715 | Zig:23   | Entered Level 23 of a ziggurat
315715 | Zig:23   | Noticed an ancient lich
315715 | Zig:23   | Noticed an ancient lich
315715 | Zig:23   | Noticed an ancient lich
315715 | Zig:23   | Noticed an ancient lich
315715 | Zig:23   | Noticed an ancient lich
315715 | Zig:23   | Noticed an ancient lich
315715 | Zig:23   | Noticed an ancient lich
315715 | Zig:23   | Noticed an ancient lich
315715 | Zig:23   | Noticed an ancient lich
315715 | Zig:23   | Noticed an ancient lich
315715 | Zig:23   | Noticed an ancient lich
315715 | Zig:23   | Noticed an ancient lich
315715 | Zig:23   | Noticed an ancient lich
315715 | Zig:23   | Noticed an ancient lich
315716 | Zig:23   | Noticed an ancient lich
315716 | Zig:23   | Noticed an ancient lich
315717 | Zig:23   | Noticed an ancient lich
315717 | Zig:23   | Noticed an ancient lich
315717 | Zig:23   | Killed an ancient lich
315717 | Zig:23   | Killed an ancient lich
315717 | Zig:23   | Killed an ancient lich
315717 | Zig:23   | Killed an ancient lich
315717 | Zig:23   | Killed an ancient lich
315718 | Zig:23   | Noticed an ancient lich
315718 | Zig:23   | Noticed an ancient lich
315719 | Zig:23   | Noticed an ancient lich
315719 | Zig:23   | Noticed an ancient lich
315719 | Zig:23   | Killed an ancient lich
315719 | Zig:23   | Killed an ancient lich
315719 | Zig:23   | Killed an ancient lich
315719 | Zig:23   | Killed an ancient lich
315719 | Zig:23   | Killed an ancient lich
315719 | Zig:23   | Killed an ancient lich
315719 | Zig:23   | Killed an ancient lich
315719 | Zig:23   | Killed an ancient lich
315719 | Zig:23   | Killed an ancient lich
315719 | Zig:23   | Killed an ancient lich
315719 | Zig:23   | Killed an ancient lich
315719 | Zig:23   | Killed an ancient lich
315719 | Zig:23   | Killed an ancient lich
315720 | Zig:23   | Noticed an ancient lich
315720 | Zig:23   | Noticed an ancient lich
315720 | Zig:23   | Noticed an ancient lich
315720 | Zig:23   | Noticed an ancient lich
315720 | Zig:23   | Noticed an ancient lich
315720 | Zig:23   | Killed an ancient lich
315720 | Zig:23   | Killed an ancient lich
315720 | Zig:23   | Killed an ancient lich
315721 | Zig:23   | Noticed an ancient lich
315721 | Zig:23   | Noticed an ancient lich
315721 | Zig:23   | Noticed an ancient lich
315721 | Zig:23   | Noticed an ancient lich
315722 | Zig:23   | Noticed an ancient lich
315722 | Zig:23   | Noticed an ancient lich
315722 | Zig:23   | Noticed an ancient lich
315722 | Zig:23   | Noticed an ancient lich
315722 | Zig:23   | Noticed an ancient lich
315723 | Zig:23   | Noticed an ancient lich
315723 | Zig:23   | Noticed an ancient lich
315723 | Zig:23   | Noticed an ancient lich
315723 | Zig:23   | Noticed an ancient lich
315723 | Zig:23   | Noticed an ancient lich
315723 | Zig:23   | Noticed an ancient lich
315724 | Zig:23   | Noticed an ancient lich
315724 | Zig:23   | Noticed an ancient lich
315724 | Zig:23   | Noticed an ancient lich
315725 | Zig:23   | Noticed an ancient lich
315725 | Zig:23   | Noticed an ancient lich
315726 | Zig:23   | Killed an ancient lich
315726 | Zig:23   | Killed an ancient lich
315726 | Zig:23   | Killed an ancient lich
315726 | Zig:23   | Killed an ancient lich
315726 | Zig:23   | Killed an ancient lich
315726 | Zig:23   | Killed an ancient lich
315726 | Zig:23   | Killed an ancient lich
315726 | Zig:23   | Killed an ancient lich
315726 | Zig:23   | Killed an ancient lich
315726 | Zig:23   | Killed an ancient lich
315726 | Zig:23   | Killed an ancient lich
315726 | Zig:23   | Killed an ancient lich
315726 | Zig:23   | Killed an ancient lich
315726 | Zig:23   | Killed an ancient lich
315726 | Zig:23   | Killed an ancient lich
315726 | Zig:23   | Killed an ancient lich
315726 | Zig:23   | Killed an ancient lich
315726 | Zig:23   | Killed an ancient lich
315727 | Zig:23   | Noticed an ancient lich
315727 | Zig:23   | Noticed an ancient lich
315727 | Zig:23   | Noticed an ancient lich
315727 | Zig:23   | Noticed an ancient lich
315727 | Zig:23   | Noticed an ancient lich
315727 | Zig:23   | Noticed an ancient lich
315727 | Zig:23   | Killed an ancient lich
315727 | Zig:23   | Killed an ancient lich
315727 | Zig:23   | Killed an ancient lich
315727 | Zig:23   | Killed an ancient lich
315727 | Zig:23   | Killed an ancient lich
315727 | Zig:23   | Killed an ancient lich
315728 | Zig:23   | Noticed an ancient lich
315728 | Zig:23   | Noticed an ancient lich
315728 | Zig:23   | Noticed an ancient lich
315728 | Zig:23   | Noticed an ancient lich
315728 | Zig:23   | Noticed an ancient lich
315728 | Zig:23   | Noticed an ancient lich
315728 | Zig:23   | Killed an ancient lich
315729 | Zig:23   | Noticed an ancient lich
315729 | Zig:23   | Noticed an ancient lich
315729 | Zig:23   | Noticed an ancient lich
315729 | Zig:23   | Noticed an ancient lich
315729 | Zig:23   | Noticed an ancient lich
315729 | Zig:23   | Noticed an ancient lich
315729 | Zig:23   | Noticed an ancient lich
315729 | Zig:23   | Noticed an ancient lich
315729 | Zig:23   | Noticed an ancient lich
315729 | Zig:23   | Noticed an ancient lich
315729 | Zig:23   | Killed an ancient lich
315729 | Zig:23   | Killed an ancient lich
315730 | Zig:23   | Noticed an ancient lich
315730 | Zig:23   | Noticed an ancient lich
315730 | Zig:23   | Noticed an ancient lich
315730 | Zig:23   | Noticed an ancient lich
315730 | Zig:23   | Killed an ancient lich
315730 | Zig:23   | Killed an ancient lich
315730 | Zig:23   | Killed an ancient lich
315730 | Zig:23   | Killed an ancient lich
315730 | Zig:23   | Killed an ancient lich
315730 | Zig:23   | Killed an ancient lich
315731 | Zig:23   | Noticed an ancient lich
315731 | Zig:23   | Noticed an ancient lich
315731 | Zig:23   | Noticed an ancient lich
315731 | Zig:23   | Noticed an ancient lich
315731 | Zig:23   | Killed an ancient lich
315731 | Zig:23   | Killed an ancient lich
315731 | Zig:23   | Killed an ancient lich
315731 | Zig:23   | Killed an ancient lich
315732 | Zig:23   | Noticed an ancient lich
315732 | Zig:23   | Noticed an ancient lich
315732 | Zig:23   | Noticed an ancient lich
315732 | Zig:23   | Noticed an ancient lich
315732 | Zig:23   | Noticed an ancient lich
315732 | Zig:23   | Noticed an ancient lich
315732 | Zig:23   | Noticed an ancient lich
315732 | Zig:23   | Noticed an ancient lich
315732 | Zig:23   | Noticed an ancient lich
315732 | Zig:23   | Noticed an ancient lich
315732 | Zig:23   | Noticed an ancient lich
315732 | Zig:23   | Noticed an ancient lich
315733 | Zig:23   | Noticed an ancient lich
315734 | Zig:23   | Noticed an ancient lich
315734 | Zig:23   | Noticed an ancient lich
315734 | Zig:23   | Noticed an ancient lich
315734 | Zig:23   | Noticed an ancient lich
315734 | Zig:23   | Noticed an ancient lich
315734 | Zig:23   | Noticed an ancient lich
315734 | Zig:23   | Noticed an ancient lich
315734 | Zig:23   | Killed an ancient lich
315734 | Zig:23   | Killed an ancient lich
315734 | Zig:23   | Killed an ancient lich
315734 | Zig:23   | Killed an ancient lich
315734 | Zig:23   | Killed an ancient lich
315734 | Zig:23   | Killed an ancient lich
315734 | Zig:23   | Killed an ancient lich
315734 | Zig:23   | Killed an ancient lich
315734 | Zig:23   | Killed an ancient lich
315734 | Zig:23   | Killed an ancient lich
315734 | Zig:23   | Killed an ancient lich
315734 | Zig:23   | Killed an ancient lich
315734 | Zig:23   | Killed an ancient lich
315734 | Zig:23   | Killed an ancient lich
315734 | Zig:23   | Killed an ancient lich
315734 | Zig:23   | Killed an ancient lich
315734 | Zig:23   | Killed an ancient lich
315734 | Zig:23   | Killed an ancient lich
315734 | Zig:23   | Killed an ancient lich
315734 | Zig:23   | Killed an ancient lich
315734 | Zig:23   | Killed an ancient lich
315734 | Zig:23   | Killed an ancient lich
315734 | Zig:23   | Killed an ancient lich
315734 | Zig:23   | Killed an ancient lich
315734 | Zig:23   | Killed an ancient lich
315734 | Zig:23   | Killed an ancient lich
315735 | Zig:23   | Noticed an ancient lich
315735 | Zig:23   | Noticed an ancient lich
315735 | Zig:23   | Noticed an ancient lich
315735 | Zig:23   | Noticed an ancient lich
315735 | Zig:23   | Noticed an ancient lich
315735 | Zig:23   | Noticed an ancient lich
315735 | Zig:23   | Noticed an ancient lich
315735 | Zig:23   | Noticed an ancient lich
315735 | Zig:23   | Noticed an ancient lich
315735 | Zig:23   | Noticed an ancient lich
315736 | Zig:23   | Noticed an ancient lich
315736 | Zig:23   | Noticed an ancient lich
315736 | Zig:23   | Noticed an ancient lich
315736 | Zig:23   | Noticed an ancient lich
315736 | Zig:23   | Noticed an ancient lich
315736 | Zig:23   | Noticed an ancient lich
315736 | Zig:23   | Noticed an ancient lich
315736 | Zig:23   | Noticed an ancient lich
315736 | Zig:23   | Noticed an ancient lich
315738 | Zig:23   | Noticed an ancient lich
315738 | Zig:23   | Noticed an ancient lich
315738 | Zig:23   | Noticed an ancient lich
315738 | Zig:23   | Noticed an ancient lich
315738 | Zig:23   | Noticed an ancient lich
315738 | Zig:23   | Noticed an ancient lich
315739 | Zig:23   | Killed an ancient lich
315739 | Zig:23   | Killed an ancient lich
315739 | Zig:23   | Killed an ancient lich
315739 | Zig:23   | Killed an ancient lich
315739 | Zig:23   | Killed an ancient lich
315739 | Zig:23   | Killed an ancient lich
315739 | Zig:23   | Killed an ancient lich
315739 | Zig:23   | Killed an ancient lich
315739 | Zig:23   | Killed an ancient lich
315739 | Zig:23   | Killed an ancient lich
315739 | Zig:23   | Killed an ancient lich
315739 | Zig:23   | Killed an ancient lich
315739 | Zig:23   | Killed an ancient lich
315739 | Zig:23   | Killed an ancient lich
315739 | Zig:23   | Killed an ancient lich
315739 | Zig:23   | Killed an ancient lich
315739 | Zig:23   | Killed an ancient lich
315739 | Zig:23   | Killed an ancient lich
315739 | Zig:23   | Killed an ancient lich
315739 | Zig:23   | Killed an ancient lich
315739 | Zig:23   | Killed an ancient lich
315739 | Zig:23   | Killed an ancient lich
315739 | Zig:23   | Killed an ancient lich
315739 | Zig:23   | Killed an ancient lich
315739 | Zig:23   | Killed an ancient lich
315739 | Zig:23   | Killed an ancient lich
315739 | Zig:23   | Killed an ancient lich
315739 | Zig:23   | Killed an ancient lich
315740 | Zig:23   | Noticed an ancient lich
315740 | Zig:23   | Noticed an ancient lich
315740 | Zig:23   | Noticed an ancient lich
315740 | Zig:23   | Noticed an ancient lich
315740 | Zig:23   | Noticed an ancient lich
315740 | Zig:23   | Noticed an ancient lich
315741 | Zig:23   | Noticed an ancient lich
315741 | Zig:23   | Noticed an ancient lich
315741 | Zig:23   | Noticed an ancient lich
315741 | Zig:23   | Noticed an ancient lich
315741 | Zig:23   | Noticed an ancient lich
315741 | Zig:23   | Noticed an ancient lich
315741 | Zig:23   | Noticed an ancient lich
315741 | Zig:23   | Noticed an ancient lich
315741 | Zig:23   | Noticed an ancient lich
315742 | Zig:23   | Noticed an ancient lich
315742 | Zig:23   | Noticed an ancient lich
315743 | Zig:23   | Noticed an ancient lich
315743 | Zig:23   | Killed an ancient lich
315743 | Zig:23   | Killed an ancient lich
315743 | Zig:23   | Killed an ancient lich
315743 | Zig:23   | Killed an ancient lich
315743 | Zig:23   | Killed an ancient lich
315743 | Zig:23   | Killed an ancient lich
315744 | Zig:23   | Killed an ancient lich
315744 | Zig:23   | Killed an ancient lich
315744 | Zig:23   | Killed an ancient lich
315744 | Zig:23   | Killed an ancient lich
315745 | Zig:23   | Noticed an ancient lich
315745 | Zig:23   | Noticed an ancient lich
315745 | Zig:23   | Killed an ancient lich
315745 | Zig:23   | Killed an ancient lich
315745 | Zig:23   | Killed an ancient lich
315745 | Zig:23   | Killed an ancient lich
315745 | Zig:23   | Noticed an ancient lich
315745 | Zig:23   | Noticed an ancient lich
315745 | Zig:23   | Noticed an ancient lich
315745 | Zig:23   | Noticed an ancient lich
315745 | Zig:23   | Noticed an ancient lich
315745 | Zig:23   | Noticed an ancient lich
315745 | Zig:23   | Noticed an ancient lich
315745 | Zig:23   | Noticed an ancient lich
315745 | Zig:23   | Noticed an ancient lich
315746 | Zig:23   | Noticed an ancient lich
315746 | Zig:23   | Noticed an ancient lich
315746 | Zig:23   | Noticed an ancient lich
315746 | Zig:23   | Noticed an ancient lich
315746 | Zig:23   | Noticed an ancient lich
315746 | Zig:23   | Killed an ancient lich
315746 | Zig:23   | Killed an ancient lich
315746 | Zig:23   | Killed an ancient lich
315746 | Zig:23   | Killed an ancient lich
315746 | Zig:23   | Killed an ancient lich
315746 | Zig:23   | Killed an ancient lich
315747 | Zig:23   | Noticed an ancient lich
315747 | Zig:23   | Noticed an ancient lich
315747 | Zig:23   | Noticed an ancient lich
315747 | Zig:23   | Noticed an ancient lich
315747 | Zig:23   | Noticed an ancient lich
315747 | Zig:23   | Noticed an ancient lich
315747 | Zig:23   | Noticed an ancient lich
315747 | Zig:23   | Killed an ancient lich
315747 | Zig:23   | Killed an ancient lich
315747 | Zig:23   | Killed an ancient lich
315747 | Zig:23   | Killed an ancient lich
315747 | Zig:23   | Killed an ancient lich
315747 | Zig:23   | Killed an ancient lich
315747 | Zig:23   | Killed an ancient lich
315748 | Zig:23   | Noticed an ancient lich
315748 | Zig:23   | Noticed an ancient lich
315748 | Zig:23   | Noticed an ancient lich
315749 | Zig:23   | Noticed an ancient lich
315749 | Zig:23   | Noticed an ancient lich
315749 | Zig:23   | Noticed an ancient lich
315749 | Zig:23   | Noticed an ancient lich
315749 | Zig:23   | Noticed an ancient lich
315749 | Zig:23   | Noticed an ancient lich
315750 | Zig:23   | Noticed an ancient lich
315750 | Zig:23   | Noticed an ancient lich
315750 | Zig:23   | Noticed an ancient lich
315750 | Zig:23   | Noticed an ancient lich
315750 | Zig:23   | Noticed an ancient lich
315750 | Zig:23   | Killed an ancient lich
315750 | Zig:23   | Killed an ancient lich
315750 | Zig:23   | Killed an ancient lich
315750 | Zig:23   | Killed an ancient lich
315750 | Zig:23   | Killed an ancient lich
315750 | Zig:23   | Killed an ancient lich
315750 | Zig:23   | Killed an ancient lich
315750 | Zig:23   | Killed an ancient lich
315750 | Zig:23   | Killed an ancient lich
315750 | Zig:23   | Killed an ancient lich
315750 | Zig:23   | Killed an ancient lich
315750 | Zig:23   | Killed an ancient lich
315750 | Zig:23   | Killed an ancient lich
315750 | Zig:23   | Killed an ancient lich
315750 | Zig:23   | Killed an ancient lich
315750 | Zig:23   | Killed an ancient lich
315750 | Zig:23   | Killed an ancient lich
315750 | Zig:23   | Killed an ancient lich
315750 | Zig:23   | Killed an ancient lich
315750 | Zig:23   | Killed an ancient lich
315750 | Zig:23   | Killed an ancient lich
315750 | Zig:23   | Killed an ancient lich
315750 | Zig:23   | Killed an ancient lich
315750 | Zig:23   | Killed an ancient lich
315750 | Zig:23   | Killed an ancient lich
315751 | Zig:23   | Noticed an ancient lich
315751 | Zig:23   | Noticed an ancient lich
315751 | Zig:23   | Noticed an ancient lich
315751 | Zig:23   | Noticed an ancient lich
315751 | Zig:23   | Killed an ancient lich
315751 | Zig:23   | Killed an ancient lich
315751 | Zig:23   | Killed an ancient lich
315752 | Zig:23   | Killed an ancient lich
315753 | Zig:23   | Noticed an ancient lich
315753 | Zig:23   | Noticed an ancient lich
315753 | Zig:23   | Killed an ancient lich
315753 | Zig:23   | Killed an ancient lich
315754 | Zig:23   | Noticed an ancient lich
315754 | Zig:23   | Killed an ancient lich
315754 | Zig:23   | Killed an ancient lich
315755 | Zig:23   | Noticed an ancient lich
315755 | Zig:23   | Killed an ancient lich
315755 | Zig:23   | Killed an ancient lich
315755 | Zig:23   | Killed an ancient lich
315755 | Zig:23   | Killed an ancient lich
315755 | Zig:23   | Killed an ancient lich
315756 | Zig:23   | Noticed an ancient lich
315756 | Zig:23   | Noticed an ancient lich
315756 | Zig:23   | Noticed an ancient lich
315756 | Zig:23   | Noticed an ancient lich
315756 | Zig:23   | Noticed an ancient lich
315756 | Zig:23   | Killed an ancient lich
315757 | Zig:23   | Noticed an ancient lich
315757 | Zig:23   | Noticed an ancient lich
315757 | Zig:23   | Killed an ancient lich
315757 | Zig:23   | Killed an ancient lich
315758 | Zig:23   | Noticed an ancient lich
315761 | Zig:23   | Killed an ancient lich
315761 | Zig:23   | Killed an ancient lich
315761 | Zig:23   | Killed an ancient lich
315761 | Zig:23   | Killed an ancient lich
315761 | Zig:23   | Killed an ancient lich
315761 | Zig:23   | Killed an ancient lich
315761 | Zig:23   | Killed an ancient lich
315761 | Zig:23   | Killed an ancient lich
315761 | Zig:23   | Killed an ancient lich
315762 | Zig:23   | Killed an ancient lich
315762 | Zig:23   | Killed an ancient lich
315762 | Zig:23   | Killed an ancient lich
315765 | Zig:23   | Killed an ancient lich
315794 | Zig:23   | Got a brightly glowing wooden ring
315796 | Zig:23   | Identified the ring of Xomnutux {rElec rC+++ AC+2 Int+3 Dex+2} (You found it on level 23 of a ziggurat)
315811 | Zig:23   | Got a transparent bronze ring
315813 | Zig:23   | Identified the ring "Qaivvisch" {Fire *Corrode Int+7} (You found it on level 23 of a ziggurat)
315951 | Zig:23   | Got a steaming jade ring
315953 | Zig:23   | Identified the ring "Useof" {rElec rN+} (You found it on level 23 of a ziggurat)
316042 | Zig:24   | Entered Level 24 of a ziggurat
316361 | Zig:24   | Got a heavily runed lapis lazuli ring
316362 | Zig:24   | Identified the ring "Qocyboiw" {*Drain rElec rC++ EV+1} (You found it on level 24 of a ziggurat)
316363 | Zig:24   | Identified the Disquisition on Changing and Attacks
316377 | Zig:24   | Got a heavily runed steel ring
316379 | Zig:24   | Identified the ring "Huraps" {rElec Stlth+} (You found it on level 24 of a ziggurat)
316431 | Zig:24   | Got a heavily runed iron ring
316432 | Zig:24   | Identified the ring "Mirchuej" {Fire *Drain MP+9 Str+8 Dex-5} (You found it on level 24 of a ziggurat)
316518 | Zig:25   | Entered Level 25 of a ziggurat
316579 | Zig:25   | Identified the Catalogue of the Blaze
316605 | Zig:25   | Got a glittering lead ring
316607 | Zig:25   | Identified the ring of Toxor {rPois rC+ MR+ MP+9} (You found it on level 25 of a ziggurat)
316634 | Zig:25   | Got a bound bronze amulet
316635 | Zig:25   | Identified the amulet of Tabu Zoo {Spirit rF+ MR+} (You found it on level 25 of a ziggurat)
316654 | Zig:25   | Got a vibrating turquoise ring
316655 | Zig:25   | Identified the ring of Xom's Flight of Fancy {rElec Dex+4 Stlth+} (You found it on level 25 of a ziggurat)
316659 | Zig:25   | Identified the +0 broad axe of Optimality {pain, Str+3} (You found it on level 25 of a ziggurat)
316852 | Zig:25   | Identified Sif Muna's Guide on Lethal Sinister Rites
317030 | Zig:26   | Entered Level 26 of a ziggurat
317068 | Zig:26   | Killed a starcursed mass
317110 | Zig:26   | Noticed an ancient lich
317111 | Zig:26   | Killed an ancient lich
317165 | Zig:26   | Killed a starcursed mass
317192 | Zig:26   | Killed a starcursed mass
317259 | Zig:26   | Killed a starcursed mass
317361 | Zig:26   | Identified the Volume of Attacks
317512 | Zig:27   | Entered Level 27 of a ziggurat
317608 | Zig:27   | Got a twitching marble ring
317609 | Zig:27   | Identified the ring "Nochorgho" {rElec rPois EV+5 Str-5 Stlth+} (You found it on level 27 of a ziggurat)
317862 | Zig:27   | Got a jewelled broad axe
317864 | Zig:27   | Identified the +7 broad axe of Stickiness {chop, Str+7 Dex+3} (You found it on level 27 of a ziggurat)
317904 | Depths:2 | Identified the +2 pair of boots of Uskayaw's Envy {rElec MR++} (You acquired it on level 2 of the Depths)
317905 | Depths:2 | Identified the +0 pair of gloves of Naopymme {Dex+7} (You acquired it on level 2 of the Depths)
317906 | Depths:2 | Identified the -3 pair of boots "Oklileint" {Stlth+} (You acquired it on level 2 of the Depths)
317907 | Depths:2 | Identified the +2 pair of boots of Vehumet's Hope {rElec Dex+2} (You acquired it on level 2 of the Depths)
317965 | Depths:1 | Gained mutation: Scrolls take you a little longer to read. [potion of mutation]
317965 | Depths:1 | Gained mutation: You are resistant to hostile enchantments. (MR+) [potion of mutation]
317965 | Depths:1 | Gained mutation: You are clumsy. (Dex -2) [potion of mutation]
317966 | Depths:1 | Lost mutation: You are clumsy. (Dex -2) [potion of cure mutation]
317966 | Depths:1 | Lost mutation: Scrolls take you a little longer to read. [potion of cure mutation]
317966 | Depths:1 | Lost mutation: You are resistant to hostile enchantments. (MR+) [potion of cure mutation]
317967 | Depths:1 | Gained mutation: You expend magic power (3 MP) to strengthen your wands. [potion of mutation]
317967 | Depths:1 | Gained mutation: You have sharp fingernails. [potion of mutation]
317968 | Depths:1 | Lost mutation: You expend magic power (3 MP) to strengthen your wands. [potion of cure mutation]
317968 | Depths:1 | Lost mutation: You have sharp fingernails. [potion of cure mutation]
317969 | Depths:1 | Gained mutation: Your system is resistant to poisons. (rPois) [potion of mutation]
317969 | Depths:1 | Gained mutation: You are somewhat resistant to further mutation. [potion of mutation]
317970 | Depths:1 | Lost mutation: Your system is resistant to poisons. (rPois) [potion of cure mutation]
317970 | Depths:1 | Lost mutation: You are somewhat resistant to further mutation. [potion of cure mutation]
317971 | Depths:1 | Gained mutation: Your magical capacity is low. (-10% MP) [potion of mutation]
317971 | Depths:1 | Gained mutation: Your magical capacity is very low. (-20% MP) [potion of mutation]
317971 | Depths:1 | Gained mutation: You have a pair of small horns on your head. [potion of mutation]
317972 | Depths:1 | Lost mutation: You have a pair of small horns on your head. [potion of cure mutation]
317972 | Depths:1 | Lost mutation: Your magical capacity is very low. (-20% MP) [potion of cure mutation]
317972 | Depths:1 | Lost mutation: Your magical capacity is low. (-10% MP) [potion of cure mutation]
317973 | Depths:1 | Gained mutation: You tend to lose your temper in combat. [potion of mutation]
317973 | Depths:1 | Gained mutation: Your system is resistant to poisons. (rPois) [potion of mutation]
317973 | Depths:1 | Gained mutation: You evolve. [potion of mutation]
317974 | Depths:1 | Lost mutation: You tend to lose your temper in combat. [potion of cure mutation]
317974 | Depths:1 | Lost mutation: Your system is resistant to poisons. (rPois) [potion of cure mutation]
317974 | Depths:1 | Lost mutation: You evolve. [potion of cure mutation]
317975 | Depths:1 | Gained mutation: Armour fits poorly on your strangely shaped body. [potion of mutation]
317975 | Depths:1 | Gained mutation: You are partially covered in iridescent scales. (AC +2) [potion of mutation]
317976 | Depths:1 | Lost mutation: Armour fits poorly on your strangely shaped body. [potion of cure mutation]
317976 | Depths:1 | Lost mutation: You are partially covered in iridescent scales. (AC +2) [potion of cure mutation]
317977 | Depths:1 | Gained mutation: You are agile. (Dex +2) [potion of mutation]
317977 | Depths:1 | Lost mutation: You are agile. (Dex +2) [potion of mutation]
317977 | Depths:1 | Gained mutation: You have a pair of small horns on your head. [potion of mutation]
317978 | Depths:1 | Lost mutation: You have a pair of small horns on your head. [potion of cure mutation]
317979 | Depths:1 | Gained mutation: You can translocate small distances at will. [potion of mutation]
317979 | Depths:1 | Gained mutation: Your system is resistant to poisons. (rPois) [potion of mutation]
317979 | Depths:1 | Gained mutation: You have a pair of small antennae on your head. [potion of mutation]
317980 | Depths:1 | Lost mutation: Your system is resistant to poisons. (rPois) [potion of cure mutation]
317980 | Depths:1 | Lost mutation: You have a pair of small antennae on your head. [potion of cure mutation]
317980 | Depths:1 | Lost mutation: You can translocate small distances at will. [potion of cure mutation]
317981 | Depths:1 | Gained mutation: You occasionally shout uncontrollably at your foes. [potion of mutation]
317981 | Depths:1 | Gained mutation: Scrolls take you a little longer to read. [potion of mutation]
317981 | Depths:1 | Gained mutation: You are clumsy. (Dex -2) [potion of mutation]
317982 | Depths:1 | Lost mutation: You are clumsy. (Dex -2) [potion of cure mutation]
317982 | Depths:1 | Lost mutation: Scrolls take you a little longer to read. [potion of cure mutation]
317982 | Depths:1 | Lost mutation: You occasionally shout uncontrollably at your foes. [potion of cure mutation]
317983 | Depths:1 | Gained mutation: You are covered in fur. (AC +1) [potion of mutation]
317983 | Depths:1 | Gained mutation: Your body sometimes deteriorates upon taking damage. [potion of mutation]
317983 | Depths:1 | Gained mutation: You have very sharp teeth. [potion of mutation]
317984 | Depths:1 | Lost mutation: Your body sometimes deteriorates upon taking damage. [potion of cure mutation]
317984 | Depths:1 | Lost mutation: You are covered in fur. (AC +1) [potion of cure mutation]
317984 | Depths:1 | Lost mutation: You have very sharp teeth. [potion of cure mutation]
317985 | Depths:1 | Gained mutation: Your magical capacity is low. (-10% MP) [potion of mutation]
317985 | Depths:1 | Gained mutation: You have large cloven feet. [potion of mutation]
317985 | Depths:1 | Gained mutation: You have a pair of small horns on your head. [potion of mutation]
317986 | Depths:1 | Lost mutation: Your magical capacity is low. (-10% MP) [potion of cure mutation]
317986 | Depths:1 | Lost mutation: You have a pair of small horns on your head. [potion of cure mutation]
317986 | Depths:1 | Lost mutation: You have large cloven feet. [potion of cure mutation]
317987 | Depths:1 | Gained mutation: Your flesh is cold resistant. (rC+) [potion of mutation]
317987 | Depths:1 | Gained mutation: You are partially covered in iridescent scales. (AC +2) [potion of mutation]
317987 | Depths:1 | Gained mutation: You are partially covered in rugged brown scales. (AC +1, +3% HP) [potion of mutation]
317993 | Depths:1 | Gained mutation: You evolve. [potion of beneficial mutation]
317994 | Depths:1 | Gained mutation: Your muscles are strong. (Str +2) [potion of beneficial mutation]
317995 | Depths:1 | Gained mutation: Your flesh is heat resistant. (rF+) [potion of beneficial mutation]
317996 | Depths:1 | Gained mutation: Your mind is acute. (Int +2) [potion of beneficial mutation]
317997 | Depths:1 | Gained mutation: You can translocate small distances at will. [potion of beneficial mutation]
317998 | Depths:1 | Gained mutation: Your mind is very acute. (Int +4) [potion of beneficial mutation]
318000 | Depths:1 | Gained mutation: You are agile. (Dex +2) [potion of beneficial mutation]
318001 | Depths:1 | Gained mutation: Your flesh is very cold resistant. (rC++) [potion of beneficial mutation]
318002 | Depths:1 | Gained mutation: You have a pair of small horns on your head. [potion of beneficial mutation]
318003 | Depths:1 | Gained mutation: You have a pair of horns on your head. [potion of beneficial mutation]
318004 | Depths:1 | Gained mutation: You are very agile. (Dex +4) [potion of beneficial mutation]
318005 | Depths:1 | Gained mutation: You have an increased reservoir of magic. (+10% MP) [potion of beneficial mutation]
318006 | Depths:1 | Gained mutation: Your muscles are very strong. (Str +4) [potion of beneficial mutation]
318007 | Depths:1 | Gained mutation: Your flesh is almost immune to the effects of cold. (rC+++) [potion of beneficial mutation]
318008 | Depths:1 | Gained mutation: You have a pair of large horns on your head. [potion of beneficial mutation]
318011 | Depths:1 | Lost mutation: You have a pair of large horns on your head. [potion of cure mutation]
318011 | Depths:1 | Lost mutation: Your flesh is almost immune to the effects of cold. (rC+++) [potion of cure mutation]
318011 | Depths:1 | Lost mutation: You have an increased reservoir of magic. (+10% MP) [potion of cure mutation]
318011 | Depths:1 | Lost mutation: You can translocate small distances at will. [potion of cure mutation]
318011 | Depths:1 | Lost mutation: Your muscles are very strong. (Str +4) [potion of cure mutation]
318011 | Depths:1 | Lost mutation: Your muscles are strong. (Str +2) [potion of cure mutation]
318011 | Depths:1 | Lost mutation: You have a pair of horns on your head. [potion of cure mutation]
318012 | Depths:1 | Lost mutation: Your flesh is heat resistant. (rF+) [potion of cure mutation]
318012 | Depths:1 | Lost mutation: You are partially covered in rugged brown scales. (AC +1, +3% HP) [potion of cure mutation]
318012 | Depths:1 | Lost mutation: You evolve. [potion of cure mutation]
318012 | Depths:1 | Lost mutation: You have a pair of small horns on your head. [potion of cure mutation]
318012 | Depths:1 | Lost mutation: You are very agile. (Dex +4) [potion of cure mutation]
318015 | Depths:1 | Gained mutation: You are resistant to hostile enchantments. (MR+) [potion of beneficial mutation]
318016 | Depths:1 | Gained mutation: You evolve. [potion of beneficial mutation]
318017 | Depths:1 | Gained mutation: You are highly resistant to hostile enchantments. (MR++) [potion of beneficial mutation]
318018 | Depths:1 | Gained mutation: Your spells are a little harder to cast, but a little more powerful. [potion of beneficial mutation]
318019 | Depths:1 | Lost mutation: You are agile. (Dex +2) [potion of cure mutation]
318019 | Depths:1 | Lost mutation: You evolve. [potion of cure mutation]
318019 | Depths:1 | Lost mutation: Your flesh is very cold resistant. (rC++) [potion of cure mutation]
318020 | Depths:1 | Lost mutation: Your flesh is cold resistant. (rC+) [potion of cure mutation]
318020 | Depths:1 | Lost mutation: You are highly resistant to hostile enchantments. (MR++) [potion of cure mutation]
318020 | Depths:1 | Lost mutation: Your mind is very acute. (Int +4) [potion of cure mutation]
318020 | Depths:1 | Lost mutation: Your spells are a little harder to cast, but a little more powerful. [potion of cure mutation]
318021 | Depths:1 | Gained mutation: You are highly resistant to hostile enchantments. (MR++) [potion of beneficial mutation]
318022 | Depths:1 | Gained mutation: You have an increased reservoir of magic. (+10% MP) [potion of beneficial mutation]
318023 | Depths:1 | Gained mutation: You are somewhat resistant to further mutation. [potion of beneficial mutation]
318025 | Depths:1 | Gained mutation: Your mind is very acute. (Int +4) [potion of beneficial mutation]
318029 | Depths:1 | Gained mutation: You have a pair of small horns on your head. [potion of beneficial mutation]
318030 | Depths:1 | Lost mutation: You have an increased reservoir of magic. (+10% MP) [potion of cure mutation]
318030 | Depths:1 | Lost mutation: You are partially covered in iridescent scales. (AC +2) [potion of cure mutation]
318030 | Depths:1 | Lost mutation: You have a pair of small horns on your head. [potion of cure mutation]
318030 | Depths:1 | Lost mutation: You are highly resistant to hostile enchantments. (MR++) [potion of cure mutation]
318030 | Depths:1 | Lost mutation: You are resistant to hostile enchantments. (MR+) [potion of cure mutation]
318031 | Depths:1 | Lost mutation: Your mind is very acute. (Int +4) [potion of cure mutation]
318031 | Depths:1 | Lost mutation: You are somewhat resistant to further mutation. [potion of cure mutation]
318031 | Depths:1 | Lost mutation: Your mind is acute. (Int +2) [potion of cure mutation]
318035 | Depths:1 | Gained mutation: Your flesh is cold resistant. (rC+) [potion of mutation]
318035 | Depths:1 | Gained mutation: You are weak. (Str -2) [potion of mutation]
318035 | Depths:1 | Gained mutation: You are partially covered in icy blue scales. (AC +2) [potion of mutation]
318036 | Depths:1 | Gained mutation: Your flesh is very cold resistant. (rC++) [potion of beneficial mutation]
318037 | Depths:1 | Gained mutation: Your flesh is heat resistant. (rF+) [potion of beneficial mutation]
318038 | Depths:1 | Gained mutation: You are robust. (+10% HP) [potion of beneficial mutation]
318039 | Depths:1 | Gained mutation: You have a pair of small antennae on your head. [potion of beneficial mutation]
318040 | Depths:1 | Gained mutation: Your spells are a little harder to cast, but a little more powerful. [potion of beneficial mutation]
318041 | Depths:1 | Lost mutation: You are weak. (Str -2) [potion of cure mutation]
318041 | Depths:1 | Lost mutation: Your flesh is heat resistant. (rF+) [potion of cure mutation]
318041 | Depths:1 | Lost mutation: You are robust. (+10% HP) [potion of cure mutation]
318041 | Depths:1 | Lost mutation: Your spells are a little harder to cast, but a little more powerful. [potion of cure mutation]
318042 | Depths:1 | Lost mutation: You have a pair of small antennae on your head. [potion of cure mutation]
318042 | Depths:1 | Lost mutation: You are partially covered in icy blue scales. (AC +2) [potion of cure mutation]
318042 | Depths:1 | Lost mutation: Your flesh is very cold resistant. (rC++) [potion of cure mutation]
318042 | Depths:1 | Lost mutation: Your flesh is cold resistant. (rC+) [potion of cure mutation]
318043 | Depths:1 | Gained mutation: Your body sometimes deteriorates upon taking damage. [potion of mutation]
318043 | Depths:1 | Gained mutation: You are weak. (Str -2) [potion of mutation]
318043 | Depths:1 | Gained mutation: You occasionally shout uncontrollably at your foes. [potion of mutation]
318044 | Depths:1 | Lost mutation: You occasionally shout uncontrollably at your foes. [potion of cure mutation]
318044 | Depths:1 | Lost mutation: Your body sometimes deteriorates upon taking damage. [potion of cure mutation]
318044 | Depths:1 | Lost mutation: You are weak. (Str -2) [potion of cure mutation]
318045 | Depths:1 | Gained mutation: Your spells are a little easier to cast, but a little less powerful. [potion of mutation]
318045 | Depths:1 | Gained mutation: You evolve. [potion of mutation]
318046 | Depths:1 | Lost mutation: Your spells are a little easier to cast, but a little less powerful. [potion of cure mutation]
318046 | Depths:1 | Lost mutation: You evolve. [potion of cure mutation]
318047 | Depths:1 | Gained mutation: Your mind is acute. (Int +2) [potion of mutation]
318047 | Depths:1 | Gained mutation: You are partially covered in rugged brown scales. (AC +1, +3% HP) [potion of mutation]
318047 | Depths:1 | Lost mutation: You are partially covered in rugged brown scales. (AC +1, +3% HP) [potion of mutation]
318048 | Depths:1 | Gained mutation: You have an increased reservoir of magic. (+10% MP) [potion of mutation]
318048 | Depths:1 | Gained mutation: Your spells are a little easier to cast, but a little less powerful. [potion of mutation]
318048 | Depths:1 | Lost mutation: Your spells are a little easier to cast, but a little less powerful. [potion of mutation]
318049 | Depths:1 | Gained mutation: You evolve. [potion of beneficial mutation]
318050 | Depths:1 | Gained mutation: Your mind is very acute. (Int +4) [potion of beneficial mutation]
318051 | Depths:1 | Gained mutation: You have sharp toenails. [potion of beneficial mutation]
318052 | Depths:1 | Gained mutation: You are partially covered in slimy green scales. (AC +2) [potion of beneficial mutation]
318053 | Depths:1 | Gained mutation: You have a beak for a mouth. [potion of beneficial mutation]
318059 | Depths:1 | Gained mutation: Your flesh is heat resistant. (rF+) [potion of beneficial mutation]
318060 | Depths:1 | Gained mutation: You are partially covered in molten scales. (AC +2) [potion of beneficial mutation]
318061 | Depths:1 | Gained mutation: Your muscles are strong. (Str +2) [potion of beneficial mutation]
318062 | Depths:1 | Gained mutation: You are robust. (+10% HP) [potion of beneficial mutation]
318064 | Depths:1 | Gained mutation: You are partially covered in thin metallic scales. (AC +2) [potion of beneficial mutation]
318065 | Depths:1 | Gained mutation: Your system is resistant to poisons. (rPois) [potion of beneficial mutation]
318066 | Depths:1 | Gained mutation: You possess an exceptional clarity of mind. [potion of beneficial mutation]
318067 | Depths:1 | Gained mutation: You can translocate small distances at will. [potion of beneficial mutation]
318068 | Depths:1 | Gained mutation: Your spells are a little harder to cast, but a little more powerful. [potion of beneficial mutation]
318069 | Depths:1 | Gained mutation: You are very robust. (+20% HP) [potion of beneficial mutation]
318071 | Depths:1 | Gained mutation: You are resistant to hostile enchantments. (MR+) [potion of beneficial mutation]
318072 | Depths:1 | Gained mutation: You are covered in fur. (AC +1) [potion of beneficial mutation]
318073 | Depths:1 | Gained mutation: You are extremely robust. (+30% HP) [potion of beneficial mutation]
318074 | Depths:1 | Gained mutation: You are agile. (Dex +2) [potion of beneficial mutation]
318075 | Depths:1 | Gained mutation: Your muscles are very strong. (Str +4) [potion of beneficial mutation]
318076 | Depths:1 | Gained mutation: You have a pair of small antennae on your head. [potion of beneficial mutation]
318143 | Zig:1    | Entered Level 1 of a ziggurat
318186 | Zig:2    | Entered Level 2 of a ziggurat
318231 | Zig:3    | Entered Level 3 of a ziggurat
318249 | Zig:3    | Got a flickering jade ring
318251 | Zig:3    | Identified the ring of the Endless Dances {rN+ MP+9} (You found it on level 3 of a ziggurat)
318406 | Zig:4    | Entered Level 4 of a ziggurat
318406 | Zig:4    | Noticed Fozotid the pandemonium lord
318418 | Zig:4    | Killed Fozotid the pandemonium lord
318473 | Zig:5    | Entered Level 5 of a ziggurat
318541 | Zig:6    | Entered Level 6 of a ziggurat
318602 | Zig:7    | Entered Level 7 of a ziggurat
318602 | Zig:7    | Noticed a greater mummy
318602 | Zig:7    | Noticed a greater mummy
318602 | Zig:7    | Noticed a greater mummy
318602 | Zig:7    | Noticed a greater mummy
318605 | Zig:7    | Noticed a greater mummy
318606 | Zig:7    | Noticed a greater mummy
318606 | Zig:7    | Killed a greater mummy
318607 | Zig:7    | Noticed a greater mummy
318607 | Zig:7    | Noticed a greater mummy
318607 | Zig:7    | Noticed a greater mummy
318607 | Zig:7    | Killed a greater mummy
318607 | Zig:7    | Killed a greater mummy
318608 | Zig:7    | Noticed a greater mummy
318608 | Zig:7    | Noticed a greater mummy
318609 | Zig:7    | Killed a greater mummy
318610 | Zig:7    | Noticed a greater mummy
318610 | Zig:7    | Killed a greater mummy
318610 | Zig:7    | Killed a greater mummy
318611 | Zig:7    | Killed a greater mummy
318611 | Zig:7    | Killed a greater mummy
318611 | Zig:7    | Killed a greater mummy
318612 | Zig:7    | Noticed a greater mummy
318612 | Zig:7    | Killed a greater mummy
318612 | Zig:7    | Killed a greater mummy
318615 | Zig:7    | Killed a greater mummy
318616 | Zig:7    | Killed a greater mummy
318625 | Zig:7    | Identified the +2 pair of boots of a wizard's laboratory {Regen+ Int-3 Dex+4} (You found it on level 7 of a ziggurat)
318636 | Zig:7    | Got a bound iron ring
318638 | Zig:7    | Identified the ring of the Thirteen Hells {Fire Int+2 Dex+4} (You found it on level 7 of a ziggurat)
318675 | Zig:8    | Entered Level 8 of a ziggurat
318675 | Zig:8    | Noticed an ancient lich
318675 | Zig:8    | Noticed an ancient lich
318675 | Zig:8    | Noticed an ancient lich
318675 | Zig:8    | Noticed an ancient lich
318675 | Zig:8    | Noticed an ancient lich
318675 | Zig:8    | Noticed an ancient lich
318675 | Zig:8    | Noticed an ancient lich
318675 | Zig:8    | Noticed an ancient lich
318675 | Zig:8    | Noticed an ancient lich
318675 | Zig:8    | Noticed an ancient lich
318675 | Zig:8    | Noticed an ancient lich
318675 | Zig:8    | Noticed an ancient lich
318675 | Zig:8    | Noticed an ancient lich
318675 | Zig:8    | Noticed an ancient lich
318675 | Zig:8    | Noticed an ancient lich
318675 | Zig:8    | Noticed an ancient lich
318675 | Zig:8    | Noticed an ancient lich
318675 | Zig:8    | Noticed an ancient lich
318676 | Zig:8    | Killed an ancient lich
318676 | Zig:8    | Killed an ancient lich
318676 | Zig:8    | Killed an ancient lich
318676 | Zig:8    | Killed an ancient lich
318676 | Zig:8    | Killed an ancient lich
318676 | Zig:8    | Killed an ancient lich
318676 | Zig:8    | Killed an ancient lich
318677 | Zig:8    | Noticed an ancient lich
318677 | Zig:8    | Noticed an ancient lich
318677 | Zig:8    | Noticed an ancient lich
318677 | Zig:8    | Killed an ancient lich
318678 | Zig:8    | Noticed an ancient lich
318678 | Zig:8    | Noticed an ancient lich
318678 | Zig:8    | Killed an ancient lich
318678 | Zig:8    | Killed an ancient lich
318678 | Zig:8    | Killed an ancient lich
318678 | Zig:8    | Killed an ancient lich
318678 | Zig:8    | Killed an ancient lich
318679 | Zig:8    | Noticed an ancient lich
318679 | Zig:8    | Noticed an ancient lich
318679 | Zig:8    | Noticed an ancient lich
318679 | Zig:8    | Noticed an ancient lich
318679 | Zig:8    | Killed an ancient lich
318679 | Zig:8    | Killed an ancient lich
318679 | Zig:8    | Killed an ancient lich
318679 | Zig:8    | Killed an ancient lich
318679 | Zig:8    | Killed an ancient lich
318680 | Zig:8    | Noticed an ancient lich
318680 | Zig:8    | Noticed an ancient lich
318680 | Zig:8    | Noticed an ancient lich
318680 | Zig:8    | Noticed an ancient lich
318680 | Zig:8    | Killed an ancient lich
318680 | Zig:8    | Killed an ancient lich
318680 | Zig:8    | Killed an ancient lich
318680 | Zig:8    | Killed an ancient lich
318681 | Zig:8    | Noticed an ancient lich
318681 | Zig:8    | Noticed an ancient lich
318681 | Zig:8    | Killed an ancient lich
318682 | Zig:8    | Noticed an ancient lich
318682 | Zig:8    | Noticed an ancient lich
318682 | Zig:8    | Noticed an ancient lich
318682 | Zig:8    | Noticed an ancient lich
318682 | Zig:8    | Noticed an ancient lich
318682 | Zig:8    | Noticed an ancient lich
318683 | Zig:8    | Noticed an ancient lich
318683 | Zig:8    | Noticed an ancient lich
318683 | Zig:8    | Noticed an ancient lich
318683 | Zig:8    | Noticed an ancient lich
318684 | Zig:8    | Killed an ancient lich
318684 | Zig:8    | Killed an ancient lich
318684 | Zig:8    | Killed an ancient lich
318684 | Zig:8    | Killed an ancient lich
318684 | Zig:8    | Killed an ancient lich
318684 | Zig:8    | Killed an ancient lich
318684 | Zig:8    | Killed an ancient lich
318684 | Zig:8    | Killed an ancient lich
318684 | Zig:8    | Killed an ancient lich
318684 | Zig:8    | Killed an ancient lich
318684 | Zig:8    | Killed an ancient lich
318684 | Zig:8    | Killed an ancient lich
318684 | Zig:8    | Killed an ancient lich
318684 | Zig:8    | Killed an ancient lich
318685 | Zig:8    | Noticed an ancient lich
318685 | Zig:8    | Noticed an ancient lich
318685 | Zig:8    | Noticed an ancient lich
318685 | Zig:8    | Noticed an ancient lich
318686 | Zig:8    | Killed an ancient lich
318687 | Zig:8    | Killed an ancient lich
318687 | Zig:8    | Killed an ancient lich
318687 | Zig:8    | Killed an ancient lich
318687 | Zig:8    | Killed an ancient lich
318689 | Zig:8    | Noticed an ancient lich
318689 | Zig:8    | Killed an ancient lich
318689 | Zig:8    | Killed an ancient lich
318689 | Zig:8    | Killed an ancient lich
318689 | Zig:8    | Killed an ancient lich
318690 | Zig:8    | Noticed an ancient lich
318690 | Zig:8    | Noticed an ancient lich
318690 | Zig:8    | Killed an ancient lich
318691 | Zig:8    | Noticed an ancient lich
318691 | Zig:8    | Killed an ancient lich
318694 | Zig:8    | Killed an ancient lich
318694 | Zig:8    | Killed an ancient lich
318694 | Zig:8    | Killed an ancient lich
318694 | Zig:8    | Killed an ancient lich
318742 | Zig:8    | Got a faintly glowing ivory amulet
318743 | Zig:8    | Identified the amulet "Lusmugh" {Gourm +Blink rF+} (You found it on level 8 of a ziggurat)
318779 | Zig:8    | Identified the Catalogue of Envenoming and the Blaze
318789 | Zig:9    | Entered Level 9 of a ziggurat
318789 | Zig:9    | Noticed an ancient lich
318789 | Zig:9    | Noticed an ancient lich
318789 | Zig:9    | Noticed an ancient lich
318789 | Zig:9    | Noticed an ancient lich
318789 | Zig:9    | Noticed an ancient lich
318789 | Zig:9    | Noticed an ancient lich
318789 | Zig:9    | Noticed an ancient lich
318789 | Zig:9    | Noticed an ancient lich
318789 | Zig:9    | Noticed an ancient lich
318789 | Zig:9    | Noticed an ancient lich
318789 | Zig:9    | Noticed an ancient lich
318789 | Zig:9    | Noticed an ancient lich
318789 | Zig:9    | Noticed an ancient lich
318789 | Zig:9    | Noticed an ancient lich
318789 | Zig:9    | Noticed an ancient lich
318789 | Zig:9    | Noticed an ancient lich
318789 | Zig:9    | Noticed an ancient lich
318791 | Zig:9    | Killed an ancient lich
318791 | Zig:9    | Killed an ancient lich
318791 | Zig:9    | Killed an ancient lich
318791 | Zig:9    | Killed an ancient lich
318791 | Zig:9    | Killed an ancient lich
318791 | Zig:9    | Killed an ancient lich
318792 | Zig:9    | Noticed an ancient lich
318792 | Zig:9    | Killed an ancient lich
318792 | Zig:9    | Killed an ancient lich
318792 | Zig:9    | Killed an ancient lich
318792 | Zig:9    | Killed an ancient lich
318792 | Zig:9    | Killed an ancient lich
318792 | Zig:9    | Killed an ancient lich
318792 | Zig:9    | Killed an ancient lich
318792 | Zig:9    | Killed an ancient lich
318792 | Zig:9    | Killed an ancient lich
318792 | Zig:9    | Killed an ancient lich
318793 | Zig:9    | Noticed an ancient lich
318793 | Zig:9    | Noticed an ancient lich
318793 | Zig:9    | Noticed an ancient lich
318793 | Zig:9    | Noticed an ancient lich
318793 | Zig:9    | Noticed an ancient lich
318793 | Zig:9    | Noticed an ancient lich
318793 | Zig:9    | Noticed an ancient lich
318793 | Zig:9    | Killed an ancient lich
318794 | Zig:9    | Noticed an ancient lich
318794 | Zig:9    | Noticed an ancient lich
318794 | Zig:9    | Noticed an ancient lich
318794 | Zig:9    | Killed an ancient lich
318795 | Zig:9    | Noticed an ancient lich
318795 | Zig:9    | Noticed an ancient lich
318795 | Zig:9    | Noticed an ancient lich
318795 | Zig:9    | Noticed an ancient lich
318795 | Zig:9    | Noticed an ancient lich
318795 | Zig:9    | Killed an ancient lich
318795 | Zig:9    | Killed an ancient lich
318796 | Zig:9    | Noticed an ancient lich
318796 | Zig:9    | Noticed an ancient lich
318796 | Zig:9    | Noticed an ancient lich
318796 | Zig:9    | Noticed an ancient lich
318797 | Zig:9    | Noticed an ancient lich
318797 | Zig:9    | Noticed an ancient lich
318798 | Zig:9    | Noticed an ancient lich
318798 | Zig:9    | Noticed an ancient lich
318799 | Zig:9    | Noticed an ancient lich
318799 | Zig:9    | Noticed an ancient lich
318800 | Zig:9    | Killed an ancient lich
318800 | Zig:9    | Killed an ancient lich
318800 | Zig:9    | Killed an ancient lich
318800 | Zig:9    | Killed an ancient lich
318801 | Zig:9    | Killed an ancient lich
318801 | Zig:9    | Killed an ancient lich
318801 | Zig:9    | Killed an ancient lich
318802 | Zig:9    | Noticed an ancient lich
318802 | Zig:9    | Noticed an ancient lich
318802 | Zig:9    | Killed an ancient lich
318802 | Zig:9    | Killed an ancient lich
318802 | Zig:9    | Killed an ancient lich
318802 | Zig:9    | Killed an ancient lich
318803 | Zig:9    | Noticed an ancient lich
318803 | Zig:9    | Noticed an ancient lich
318803 | Zig:9    | Killed an ancient lich
318803 | Zig:9    | Killed an ancient lich
318803 | Zig:9    | Killed an ancient lich
318803 | Zig:9    | Killed an ancient lich
318803 | Zig:9    | Killed an ancient lich
318804 | Zig:9    | Killed an ancient lich
318804 | Zig:9    | Killed an ancient lich
318804 | Zig:9    | Killed an ancient lich
318805 | Zig:9    | Killed an ancient lich
318805 | Zig:9    | Killed an ancient lich
318805 | Zig:9    | Killed an ancient lich
318805 | Zig:9    | Killed an ancient lich
318805 | Zig:9    | Killed an ancient lich
318805 | Zig:9    | Killed an ancient lich
318806 | Zig:9    | Killed an ancient lich
318819 | Zig:9    | Got a crude iron ring
318821 | Zig:9    | Identified the ring of the Saviour {rPois rC+ Dex+5} (You found it on level 9 of a ziggurat)
318826 | Zig:9    | Got an ancient platinum ring
318827 | Zig:9    | Identified the ring of the Omega Point {*Tele Int+5} (You found it on level 9 of a ziggurat)
318831 | Zig:9    | Got a clouded marble ring
318832 | Zig:9    | Identified the ring "Kuxy" {*Corrode EV+3 Int+3 Slay+3 SInv} (You found it on level 9 of a ziggurat)
318903 | Zig:9    | Identified the +4 pair of gloves of Apathy {rC++ Int+2} (You found it on level 9 of a ziggurat)
318917 | Zig:10   | Entered Level 10 of a ziggurat
319040 | Zig:10   | Got a coiled jade ring
319042 | Zig:10   | Identified the ring of Harmony {+Inv rPois rF+ Str+2 Dex+6} (You found it on level 10 of a ziggurat)
319078 | Zig:11   | Entered Level 11 of a ziggurat
319116 | Zig:11   | Noticed Barinucyu the pandemonium lord
319126 | Zig:11   | Killed Barinucyu the pandemonium lord
319219 | Zig:11   | Got an ancient marble ring
319220 | Zig:11   | Identified the ring "Qehacos" {Wiz Str+3 Int+2} (You found it on level 11 of a ziggurat)
319259 | Zig:12   | Entered Level 12 of a ziggurat
319328 | Zig:12   | Identified the Almanac of the Exiled Planets
319441 | Zig:12   | Identified the Volume of Attacks
319452 | Zig:13   | Entered Level 13 of a ziggurat
319452 | Zig:13   | Noticed a juggernaut
319452 | Zig:13   | Noticed a juggernaut
319452 | Zig:13   | Noticed a juggernaut
319452 | Zig:13   | Noticed a juggernaut
319452 | Zig:13   | Noticed a juggernaut
319452 | Zig:13   | Noticed a juggernaut
319452 | Zig:13   | Noticed a juggernaut
319452 | Zig:13   | Noticed a juggernaut
319452 | Zig:13   | Noticed a juggernaut
319452 | Zig:13   | Noticed a juggernaut
319452 | Zig:13   | Noticed a juggernaut
319452 | Zig:13   | Noticed a juggernaut
319452 | Zig:13   | Noticed a juggernaut
319452 | Zig:13   | Noticed a juggernaut
319455 | Zig:13   | Noticed a juggernaut
319455 | Zig:13   | Noticed a juggernaut
319457 | Zig:13   | Killed a juggernaut
319457 | Zig:13   | Killed a juggernaut
319457 | Zig:13   | Killed a juggernaut
319457 | Zig:13   | Killed a juggernaut
319457 | Zig:13   | Killed a juggernaut
319457 | Zig:13   | Killed a juggernaut
319457 | Zig:13   | Killed a juggernaut
319457 | Zig:13   | Killed a juggernaut
319457 | Zig:13   | Killed a juggernaut
319457 | Zig:13   | Killed a juggernaut
319457 | Zig:13   | Killed a juggernaut
319457 | Zig:13   | Killed a juggernaut
319457 | Zig:13   | Killed a juggernaut
319457 | Zig:13   | Killed a juggernaut
319457 | Zig:13   | Killed a juggernaut
319457 | Zig:13   | Killed a juggernaut
319458 | Zig:13   | Noticed a juggernaut
319458 | Zig:13   | Noticed a juggernaut
319458 | Zig:13   | Noticed a juggernaut
319459 | Zig:13   | Noticed a juggernaut
319459 | Zig:13   | Noticed a juggernaut
319460 | Zig:13   | Noticed a juggernaut
319460 | Zig:13   | Noticed a juggernaut
319462 | Zig:13   | Noticed a juggernaut
319462 | Zig:13   | Noticed a juggernaut
319464 | Zig:13   | Killed a juggernaut
319464 | Zig:13   | Killed a juggernaut
319464 | Zig:13   | Killed a juggernaut
319464 | Zig:13   | Killed a juggernaut
319464 | Zig:13   | Killed a juggernaut
319464 | Zig:13   | Killed a juggernaut
319464 | Zig:13   | Killed a juggernaut
319464 | Zig:13   | Killed a juggernaut
319464 | Zig:13   | Killed a juggernaut
319465 | Zig:13   | Noticed a juggernaut
319465 | Zig:13   | Noticed a juggernaut
319465 | Zig:13   | Noticed a juggernaut
319465 | Zig:13   | Noticed a juggernaut
319466 | Zig:13   | Noticed a juggernaut
319466 | Zig:13   | Noticed a juggernaut
319466 | Zig:13   | Noticed a juggernaut
319466 | Zig:13   | Noticed a juggernaut
319466 | Zig:13   | Noticed a juggernaut
319466 | Zig:13   | Noticed a juggernaut
319466 | Zig:13   | Noticed a juggernaut
319467 | Zig:13   | Noticed a juggernaut
319467 | Zig:13   | Noticed a juggernaut
319468 | Zig:13   | Noticed a juggernaut
319468 | Zig:13   | Noticed a juggernaut
319470 | Zig:13   | Noticed a juggernaut
319471 | Zig:13   | Noticed a juggernaut
319471 | Zig:13   | Killed a juggernaut
319471 | Zig:13   | Killed a juggernaut
319471 | Zig:13   | Killed a juggernaut
319471 | Zig:13   | Killed a juggernaut
319471 | Zig:13   | Killed a juggernaut
319471 | Zig:13   | Killed a juggernaut
319471 | Zig:13   | Killed a juggernaut
319471 | Zig:13   | Killed a juggernaut
319471 | Zig:13   | Killed a juggernaut
319471 | Zig:13   | Killed a juggernaut
319471 | Zig:13   | Killed a juggernaut
319471 | Zig:13   | Killed a juggernaut
319471 | Zig:13   | Killed a juggernaut
319471 | Zig:13   | Killed a juggernaut
319474 | Zig:13   | Noticed a juggernaut
319474 | Zig:13   | Noticed a juggernaut
319477 | Zig:13   | Noticed a juggernaut
319479 | Zig:13   | Killed a juggernaut
319479 | Zig:13   | Killed a juggernaut
319479 | Zig:13   | Killed a juggernaut
319479 | Zig:13   | Killed a juggernaut
319481 | Zig:13   | Noticed a juggernaut
319481 | Zig:13   | Killed a juggernaut
319482 | Zig:13   | Noticed a juggernaut
319482 | Zig:13   | Noticed a juggernaut
319482 | Zig:13   | Noticed a juggernaut
319483 | Zig:13   | Noticed a juggernaut
319486 | Zig:13   | Noticed a juggernaut
319486 | Zig:13   | Killed a juggernaut
319489 | Zig:13   | Noticed a juggernaut
319489 | Zig:13   | Killed a juggernaut
319489 | Zig:13   | Killed a juggernaut
319489 | Zig:13   | Killed a juggernaut
319489 | Zig:13   | Killed a juggernaut
319489 | Zig:13   | Killed a juggernaut
319489 | Zig:13   | Killed a juggernaut
319500 | Zig:13   | Killed a juggernaut
319523 | Zig:13   | Got a serpentine bronze ring
319525 | Zig:13   | Identified the ring "Cyssiwaq" {Ice +Blink Int+4 Dex+7 Slay-4} (You found it on level 13 of a ziggurat)
319528 | Zig:13   | Got a glittering tin ring
319530 | Zig:13   | Identified the ring "Cilos" {Ice Stlth+} (You found it on level 13 of a ziggurat)
319589 | Zig:13   | Identified the Almanac of Black Magic and the Voyage
319776 | Zig:14   | Entered Level 14 of a ziggurat
319778 | Zig:14   | Paralysed by a floating eye for 4 turns
319884 | Zig:14   | Got a glittering ruby amulet
319885 | Zig:14   | Identified the amulet "Wiahu" {Gourm SInv} (You found it on level 14 of a ziggurat)
319944 | Zig:15   | Entered Level 15 of a ziggurat
319982 | Zig:15   | Identified the cursed +0 cloak of Vanity {Str+4} (You found it on level 15 of a ziggurat)
320213 | Zig:16   | Entered Level 16 of a ziggurat
320463 | Zig:16   | Identified the Collected Works on the Entourage and the Mountains
320475 | Zig:17   | Entered Level 17 of a ziggurat
320516 | Zig:17   | Got a steaming golden ring
320518 | Zig:17   | Identified the ring "Feakygar" {Fire +Inv} (You found it on level 17 of a ziggurat)
320595 | Zig:17   | Got a translucent golden ring
320596 | Zig:17   | Identified the ring of the Madman {rPois rC- Dex+6} (You found it on level 17 of a ziggurat)
320611 | Zig:17   | Got a bound brass ring
320612 | Zig:17   | Identified the ring "Puxyugg" {rC+ rN+ Str+4} (You found it on level 17 of a ziggurat)
320630 | Zig:17   | Identified Doraurch's Papyrus of the Volcanoes
320724 | Zig:17   | Identified the +0 pair of boots "Nuykyf Qino" {MR+ Int+7 Stlth-} (You found it on level 17 of a ziggurat)
320739 | Zig:18   | Entered Level 18 of a ziggurat
320739 | Zig:18   | Noticed a juggernaut
320739 | Zig:18   | Noticed a juggernaut
320739 | Zig:18   | Noticed a juggernaut
320739 | Zig:18   | Noticed a juggernaut
320739 | Zig:18   | Noticed a juggernaut
320739 | Zig:18   | Noticed a juggernaut
320739 | Zig:18   | Noticed a juggernaut
320743 | Zig:18   | Noticed a juggernaut
320743 | Zig:18   | Killed a juggernaut
320744 | Zig:18   | Killed a juggernaut
320744 | Zig:18   | Killed a juggernaut
320744 | Zig:18   | Killed a juggernaut
320744 | Zig:18   | Killed a juggernaut
320744 | Zig:18   | Killed a juggernaut
320744 | Zig:18   | Killed a juggernaut
320745 | Zig:18   | Noticed a juggernaut
320745 | Zig:18   | Noticed a juggernaut
320745 | Zig:18   | Noticed a juggernaut
320746 | Zig:18   | Noticed a juggernaut
320746 | Zig:18   | Noticed a juggernaut
320746 | Zig:18   | Noticed a juggernaut
320746 | Zig:18   | Noticed a juggernaut
320746 | Zig:18   | Noticed a juggernaut
320746 | Zig:18   | Noticed a juggernaut
320746 | Zig:18   | Noticed a juggernaut
320746 | Zig:18   | Noticed a juggernaut
320746 | Zig:18   | Killed a juggernaut
320747 | Zig:18   | Noticed a juggernaut
320747 | Zig:18   | Noticed a juggernaut
320747 | Zig:18   | Noticed a juggernaut
320747 | Zig:18   | Noticed a juggernaut
320747 | Zig:18   | Noticed a juggernaut
320747 | Zig:18   | Noticed a juggernaut
320747 | Zig:18   | Noticed a juggernaut
320748 | Zig:18   | Noticed a juggernaut
320748 | Zig:18   | Noticed a juggernaut
320748 | Zig:18   | Noticed a juggernaut
320748 | Zig:18   | Noticed a juggernaut
320748 | Zig:18   | Noticed a juggernaut
320751 | Zig:18   | Noticed a juggernaut
320752 | Zig:18   | Noticed a juggernaut
320753 | Zig:18   | Noticed a juggernaut
320753 | Zig:18   | Noticed a juggernaut
320754 | Zig:18   | Killed a juggernaut
320754 | Zig:18   | Killed a juggernaut
320754 | Zig:18   | Killed a juggernaut
320754 | Zig:18   | Killed a juggernaut
320754 | Zig:18   | Killed a juggernaut
320754 | Zig:18   | Killed a juggernaut
320754 | Zig:18   | Killed a juggernaut
320754 | Zig:18   | Killed a juggernaut
320754 | Zig:18   | Killed a juggernaut
320754 | Zig:18   | Killed a juggernaut
320754 | Zig:18   | Killed a juggernaut
320754 | Zig:18   | Killed a juggernaut
320754 | Zig:18   | Killed a juggernaut
320754 | Zig:18   | Killed a juggernaut
320754 | Zig:18   | Killed a juggernaut
320754 | Zig:18   | Killed a juggernaut
320754 | Zig:18   | Killed a juggernaut
320754 | Zig:18   | Killed a juggernaut
320754 | Zig:18   | Killed a juggernaut
320754 | Zig:18   | Killed a juggernaut
320754 | Zig:18   | Killed a juggernaut
320754 | Zig:18   | Killed a juggernaut
320754 | Zig:18   | Killed a juggernaut
320754 | Zig:18   | Killed a juggernaut
320755 | Zig:18   | Noticed a juggernaut
320755 | Zig:18   | Noticed a juggernaut
320755 | Zig:18   | Noticed a juggernaut
320756 | Zig:18   | Noticed a juggernaut
320756 | Zig:18   | Noticed a juggernaut
320756 | Zig:18   | Noticed a juggernaut
320758 | Zig:18   | Noticed a juggernaut
320758 | Zig:18   | Noticed a juggernaut
320759 | Zig:18   | Noticed a juggernaut
320760 | Zig:18   | Noticed a juggernaut
320760 | Zig:18   | Killed a juggernaut
320760 | Zig:18   | Killed a juggernaut
320760 | Zig:18   | Killed a juggernaut
320760 | Zig:18   | Killed a juggernaut
320760 | Zig:18   | Killed a juggernaut
320760 | Zig:18   | Killed a juggernaut
320760 | Zig:18   | Killed a juggernaut
320760 | Zig:18   | Killed a juggernaut
320760 | Zig:18   | Killed a juggernaut
320760 | Zig:18   | Killed a juggernaut
320760 | Zig:18   | Killed a juggernaut
320760 | Zig:18   | Killed a juggernaut
320761 | Zig:18   | Noticed a juggernaut
320761 | Zig:18   | Noticed a juggernaut
320761 | Zig:18   | Noticed a juggernaut
320762 | Zig:18   | Noticed a juggernaut
320762 | Zig:18   | Noticed a juggernaut
320763 | Zig:18   | Noticed a juggernaut
320763 | Zig:18   | Noticed a juggernaut
320764 | Zig:18   | Noticed a juggernaut
320764 | Zig:18   | Noticed a juggernaut
320765 | Zig:18   | Noticed a juggernaut
320767 | Zig:18   | Noticed a juggernaut
320767 | Zig:18   | Noticed a juggernaut
320768 | Zig:18   | Noticed a juggernaut
320768 | Zig:18   | Killed a juggernaut
320768 | Zig:18   | Killed a juggernaut
320768 | Zig:18   | Killed a juggernaut
320768 | Zig:18   | Killed a juggernaut
320768 | Zig:18   | Killed a juggernaut
320768 | Zig:18   | Killed a juggernaut
320768 | Zig:18   | Killed a juggernaut
320768 | Zig:18   | Killed a juggernaut
320768 | Zig:18   | Killed a juggernaut
320768 | Zig:18   | Killed a juggernaut
320768 | Zig:18   | Killed a juggernaut
320769 | Zig:18   | Noticed a juggernaut
320769 | Zig:18   | Noticed a juggernaut
320769 | Zig:18   | Noticed a juggernaut
320769 | Zig:18   | Noticed a juggernaut
320769 | Zig:18   | Noticed a juggernaut
320770 | Zig:18   | Noticed a juggernaut
320770 | Zig:18   | Noticed a juggernaut
320770 | Zig:18   | Noticed a juggernaut
320770 | Zig:18   | Noticed a juggernaut
320770 | Zig:18   | Noticed a juggernaut
320770 | Zig:18   | Noticed a juggernaut
320770 | Zig:18   | Noticed a juggernaut
320775 | Zig:18   | Noticed a juggernaut
320775 | Zig:18   | Killed a juggernaut
320775 | Zig:18   | Killed a juggernaut
320775 | Zig:18   | Killed a juggernaut
320775 | Zig:18   | Killed a juggernaut
320775 | Zig:18   | Killed a juggernaut
320775 | Zig:18   | Killed a juggernaut
320775 | Zig:18   | Killed a juggernaut
320775 | Zig:18   | Killed a juggernaut
320775 | Zig:18   | Killed a juggernaut
320775 | Zig:18   | Killed a juggernaut
320775 | Zig:18   | Killed a juggernaut
320775 | Zig:18   | Killed a juggernaut
320775 | Zig:18   | Killed a juggernaut
320775 | Zig:18   | Killed a juggernaut
320775 | Zig:18   | Killed a juggernaut
320776 | Zig:18   | Noticed a juggernaut
320778 | Zig:18   | Noticed a juggernaut
320779 | Zig:18   | Noticed a juggernaut
320784 | Zig:18   | Killed a juggernaut
320788 | Zig:18   | Killed a juggernaut
320788 | Zig:18   | Killed a juggernaut
320788 | Zig:18   | Killed a juggernaut
320790 | Zig:18   | Noticed a juggernaut
320797 | Zig:18   | Noticed a juggernaut
320797 | Zig:18   | Noticed a juggernaut
320807 | Zig:18   | Killed a juggernaut
320807 | Zig:18   | Killed a juggernaut
320807 | Zig:18   | Killed a juggernaut
321054 | Zig:18   | Got a pitted iron amulet
321055 | Zig:18   | Identified the amulet "Weloby" {Reflect rPois rN+ Slay+2 SH+4} (You found it on level 18 of a ziggurat)
321057 | Zig:18   | Identified Vuifegh's Catalogue of the Venomous Voyage
321084 | Zig:18   | Got a smoking brass amulet
321085 | Zig:18   | Identified the amulet of Ydulys {Reflect rF- rC+ Str+3 Dex+4 SH+2} (You found it on level 18 of a ziggurat)
321143 | Zig:19   | Entered Level 19 of a ziggurat
321204 | Zig:19   | Paralysed by a floating eye for 2 turns
321211 | Zig:19   | Paralysed by a floating eye for 4 turns
321227 | Zig:19   | Got a vibrating copper amulet
321228 | Zig:19   | Identified the amulet "Measemu" {Reflect Dex+4 SH+6} (You found it on level 19 of a ziggurat)
321232 | Zig:19   | Identified the Almanac of Captivating Talismans
321234 | Zig:19   | Got an ancient brass ring
321239 | Zig:19   | Identified the ring "Tenaome" {rPois Str+4 Int-5 Stlth-} (You found it on level 19 of a ziggurat)
321259 | Zig:19   | Identified the Guide on the Birds and the Glacier
321272 | Zig:19   | Got a warped granite ring
321274 | Zig:19   | Identified the ring of Intercession {MR+ MP+9 Int-3 Dex+5} (You found it on level 19 of a ziggurat)
321356 | Zig:20   | Entered Level 20 of a ziggurat
321393 | Zig:20   | Got a faintly glowing amethyst amulet
321395 | Zig:20   | Identified the amulet of Riupt {Gourm rElec Dex+4} (You found it on level 20 of a ziggurat)
321629 | Zig:20   | Got a transparent iron ring
321631 | Zig:20   | Identified the ring "Kusut" {*Drain rF++ rC+ MR+} (You found it on level 20 of a ziggurat)
321634 | Zig:20   | Got a slimy iron ring
321635 | Zig:20   | Identified the ring of Waoteliwn {rF++ EV+5 Dex-5 SInv Stlth+} (You found it on level 20 of a ziggurat)
321639 | Zig:20   | Identified the +2 cloak "Tyawas" {*Corrode rF+ Str+7 Stlth+} (You found it on level 20 of a ziggurat)
321690 | Zig:20   | Got a clouded steel ring
321691 | Zig:20   | Identified the ring of the Lotus Blossom {+Fly rC- Str+4 Dex+3 Stlth+} (You found it on level 20 of a ziggurat)
321770 | Zig:20   | Identified the Compendium of Aerial Execration
321779 | Zig:21   | Entered Level 21 of a ziggurat
321856 | Zig:21   | Got a bound silver ring
321862 | Zig:21   | Identified the ring of Abstinence {*Tele rPois} (You found it on level 21 of a ziggurat)
321877 | Zig:21   | Got a steaming ivory ring
321878 | Zig:21   | Identified the ring of Sif Muna's Delight {*Slow rC+ AC+4 Str+8 Int-2} (You found it on level 21 of a ziggurat)
322157 | Zig:21   | Identified the Handbook of Ghastly Calling
322167 | Zig:22   | Entered Level 22 of a ziggurat
322280 | Zig:22   | Noticed Fogguzed the pandemonium lord
322282 | Zig:22   | Killed Fogguzed the pandemonium lord
322376 | Zig:22   | Got a warped iron ring
322378 | Zig:22   | Identified the ring "Qomil" {+Inv MR+ Str+4 Stlth+} (You found it on level 22 of a ziggurat)
322383 | Zig:22   | Got a shimmering steel ring
322384 | Zig:22   | Identified the ring of Zanit {+Fly Int+2} (You found it on level 22 of a ziggurat)
322392 | Zig:22   | Got a steaming steel ring
322393 | Zig:22   | Identified the ring of Kuoph {Str+7 Dex-5 SInv Stlth-} (You found it on level 22 of a ziggurat)
322398 | Zig:22   | Identified the Almanac of the Asp
322437 | Zig:22   | Identified Further Progress in Witchery
322596 | Zig:22   | Identified the +1 cloak "Podyut" {rCorr Int+4 Dex-5 Stlth+} (You found it on level 22 of a ziggurat)
322649 | Zig:23   | Entered Level 23 of a ziggurat
322896 | Zig:23   | Killed a starcursed mass
322988 | Zig:23   | Got a crude golden amulet
322989 | Zig:23   | Identified the amulet "Magain" {*Corrode rElec rPois Regen+ Str+5} (You found it on level 23 of a ziggurat)
322995 | Zig:23   | Got a sparkling amber ring
322997 | Zig:23   | Identified the ring of Bogudief {+Inv rC+ rN+} (You found it on level 23 of a ziggurat)
323192 | Zig:23   | Identified the +3 eveningstar of the Inferno {crush, rElec MR++ Int+2} (You found it on level 23 of a ziggurat)
323194 | Zig:23   | Identified The Arcane Secrets of Spellcraft
323204 | Zig:24   | Entered Level 24 of a ziggurat
323209 | Zig:24   | Noticed a juggernaut
323209 | Zig:24   | Noticed a juggernaut
323210 | Zig:24   | Noticed a juggernaut
323210 | Zig:24   | Noticed a juggernaut
323210 | Zig:24   | Noticed a juggernaut
323210 | Zig:24   | Noticed a juggernaut
323211 | Zig:24   | Noticed a juggernaut
323212 | Zig:24   | Noticed a juggernaut
323212 | Zig:24   | Noticed a juggernaut
323212 | Zig:24   | Noticed a juggernaut
323212 | Zig:24   | Noticed a juggernaut
323212 | Zig:24   | Noticed a juggernaut
323214 | Zig:24   | Noticed a juggernaut
323214 | Zig:24   | Noticed a juggernaut
323214 | Zig:24   | Noticed a juggernaut
323214 | Zig:24   | Noticed a juggernaut
323214 | Zig:24   | Noticed a juggernaut
323214 | Zig:24   | Noticed a juggernaut
323214 | Zig:24   | Noticed a juggernaut
323214 | Zig:24   | Noticed a juggernaut
323215 | Zig:24   | Noticed a juggernaut
323215 | Zig:24   | Noticed a juggernaut
323215 | Zig:24   | Noticed a juggernaut
323215 | Zig:24   | Noticed a juggernaut
323216 | Zig:24   | Noticed a juggernaut
323217 | Zig:24   | Noticed a juggernaut
323218 | Zig:24   | Noticed a juggernaut
323218 | Zig:24   | Noticed a juggernaut
323218 | Zig:24   | Killed a juggernaut
323218 | Zig:24   | Killed a juggernaut
323218 | Zig:24   | Killed a juggernaut
323218 | Zig:24   | Killed a juggernaut
323218 | Zig:24   | Killed a juggernaut
323218 | Zig:24   | Killed a juggernaut
323218 | Zig:24   | Killed a juggernaut
323218 | Zig:24   | Killed a juggernaut
323218 | Zig:24   | Killed a juggernaut
323218 | Zig:24   | Killed a juggernaut
323218 | Zig:24   | Killed a juggernaut
323218 | Zig:24   | Killed a juggernaut
323218 | Zig:24   | Killed a juggernaut
323218 | Zig:24   | Killed a juggernaut
323218 | Zig:24   | Killed a juggernaut
323218 | Zig:24   | Killed a juggernaut
323218 | Zig:24   | Killed a juggernaut
323218 | Zig:24   | Killed a juggernaut
323218 | Zig:24   | Killed a juggernaut
323218 | Zig:24   | Killed a juggernaut
323218 | Zig:24   | Killed a juggernaut
323218 | Zig:24   | Killed a juggernaut
323218 | Zig:24   | Killed a juggernaut
323219 | Zig:24   | Noticed a juggernaut
323219 | Zig:24   | Noticed a juggernaut
323219 | Zig:24   | Noticed a juggernaut
323219 | Zig:24   | Noticed a juggernaut
323219 | Zig:24   | Noticed a juggernaut
323219 | Zig:24   | Noticed a juggernaut
323219 | Zig:24   | Noticed a juggernaut
323219 | Zig:24   | Noticed a juggernaut
323219 | Zig:24   | Noticed a juggernaut
323219 | Zig:24   | Noticed a juggernaut
323220 | Zig:24   | Noticed a juggernaut
323220 | Zig:24   | Noticed a juggernaut
323220 | Zig:24   | Noticed a juggernaut
323220 | Zig:24   | Noticed a juggernaut
323220 | Zig:24   | Noticed a juggernaut
323221 | Zig:24   | Noticed a juggernaut
323222 | Zig:24   | Noticed a juggernaut
323222 | Zig:24   | Noticed a juggernaut
323223 | Zig:24   | Noticed a juggernaut
323224 | Zig:24   | Noticed a juggernaut
323224 | Zig:24   | Noticed a juggernaut
323225 | Zig:24   | Noticed a juggernaut
323225 | Zig:24   | Noticed a juggernaut
323225 | Zig:24   | Noticed a juggernaut
323225 | Zig:24   | Noticed a juggernaut
323225 | Zig:24   | Killed a juggernaut
323225 | Zig:24   | Killed a juggernaut
323225 | Zig:24   | Killed a juggernaut
323225 | Zig:24   | Killed a juggernaut
323225 | Zig:24   | Killed a juggernaut
323225 | Zig:24   | Killed a juggernaut
323225 | Zig:24   | Killed a juggernaut
323225 | Zig:24   | Killed a juggernaut
323225 | Zig:24   | Killed a juggernaut
323225 | Zig:24   | Killed a juggernaut
323225 | Zig:24   | Killed a juggernaut
323225 | Zig:24   | Killed a juggernaut
323225 | Zig:24   | Killed a juggernaut
323225 | Zig:24   | Killed a juggernaut
323225 | Zig:24   | Killed a juggernaut
323225 | Zig:24   | Killed a juggernaut
323225 | Zig:24   | Killed a juggernaut
323225 | Zig:24   | Killed a juggernaut
323225 | Zig:24   | Killed a juggernaut
323225 | Zig:24   | Killed a juggernaut
323225 | Zig:24   | Killed a juggernaut
323225 | Zig:24   | Killed a juggernaut
323225 | Zig:24   | Killed a juggernaut
323225 | Zig:24   | Killed a juggernaut
323226 | Zig:24   | Noticed a juggernaut
323226 | Zig:24   | Noticed a juggernaut
323226 | Zig:24   | Noticed a juggernaut
323226 | Zig:24   | Noticed a juggernaut
323227 | Zig:24   | Noticed a juggernaut
323227 | Zig:24   | Noticed a juggernaut
323227 | Zig:24   | Noticed a juggernaut
323228 | Zig:24   | Noticed a juggernaut
323228 | Zig:24   | Noticed a juggernaut
323228 | Zig:24   | Noticed a juggernaut
323228 | Zig:24   | Killed a juggernaut
323231 | Zig:24   | Noticed a juggernaut
323231 | Zig:24   | Noticed a juggernaut
323232 | Zig:24   | Noticed a juggernaut
323232 | Zig:24   | Noticed a juggernaut
323232 | Zig:24   | Killed a juggernaut
323232 | Zig:24   | Killed a juggernaut
323232 | Zig:24   | Killed a juggernaut
323232 | Zig:24   | Killed a juggernaut
323232 | Zig:24   | Killed a juggernaut
323232 | Zig:24   | Killed a juggernaut
323232 | Zig:24   | Killed a juggernaut
323232 | Zig:24   | Killed a juggernaut
323232 | Zig:24   | Killed a juggernaut
323232 | Zig:24   | Killed a juggernaut
323232 | Zig:24   | Killed a juggernaut
323232 | Zig:24   | Killed a juggernaut
323232 | Zig:24   | Killed a juggernaut
323232 | Zig:24   | Killed a juggernaut
323232 | Zig:24   | Killed a juggernaut
323232 | Zig:24   | Killed a juggernaut
323233 | Zig:24   | Noticed a juggernaut
323233 | Zig:24   | Noticed a juggernaut
323233 | Zig:24   | Noticed a juggernaut
323233 | Zig:24   | Noticed a juggernaut
323233 | Zig:24   | Noticed a juggernaut
323234 | Zig:24   | Noticed a juggernaut
323234 | Zig:24   | Noticed a juggernaut
323234 | Zig:24   | Noticed a juggernaut
323234 | Zig:24   | Noticed a juggernaut
323234 | Zig:24   | Noticed a juggernaut
323234 | Zig:24   | Noticed a juggernaut
323234 | Zig:24   | Noticed a juggernaut
323234 | Zig:24   | Noticed a juggernaut
323234 | Zig:24   | Noticed a juggernaut
323235 | Zig:24   | Noticed a juggernaut
323236 | Zig:24   | Noticed a juggernaut
323239 | Zig:24   | Noticed a juggernaut
323239 | Zig:24   | Noticed a juggernaut
323239 | Zig:24   | Killed a juggernaut
323239 | Zig:24   | Killed a juggernaut
323239 | Zig:24   | Killed a juggernaut
323239 | Zig:24   | Killed a juggernaut
323239 | Zig:24   | Killed a juggernaut
323239 | Zig:24   | Killed a juggernaut
323239 | Zig:24   | Killed a juggernaut
323239 | Zig:24   | Killed a juggernaut
323239 | Zig:24   | Killed a juggernaut
323239 | Zig:24   | Killed a juggernaut
323239 | Zig:24   | Killed a juggernaut
323239 | Zig:24   | Killed a juggernaut
323239 | Zig:24   | Killed a juggernaut
323239 | Zig:24   | Killed a juggernaut
323239 | Zig:24   | Killed a juggernaut
323239 | Zig:24   | Killed a juggernaut
323239 | Zig:24   | Killed a juggernaut
323239 | Zig:24   | Noticed a juggernaut
323240 | Zig:24   | Noticed a juggernaut
323240 | Zig:24   | Noticed a juggernaut
323240 | Zig:24   | Noticed a juggernaut
323240 | Zig:24   | Noticed a juggernaut
323240 | Zig:24   | Noticed a juggernaut
323241 | Zig:24   | Noticed a juggernaut
323241 | Zig:24   | Noticed a juggernaut
323242 | Zig:24   | Noticed a juggernaut
323242 | Zig:24   | Noticed a juggernaut
323242 | Zig:24   | Noticed a juggernaut
323242 | Zig:24   | Noticed a juggernaut
323244 | Zig:24   | Noticed a juggernaut
323245 | Zig:24   | Noticed a juggernaut
323246 | Zig:24   | Noticed a juggernaut
323246 | Zig:24   | Killed a juggernaut
323246 | Zig:24   | Killed a juggernaut
323246 | Zig:24   | Killed a juggernaut
323246 | Zig:24   | Killed a juggernaut
323246 | Zig:24   | Killed a juggernaut
323246 | Zig:24   | Killed a juggernaut
323246 | Zig:24   | Killed a juggernaut
323246 | Zig:24   | Killed a juggernaut
323246 | Zig:24   | Killed a juggernaut
323246 | Zig:24   | Killed a juggernaut
323246 | Zig:24   | Killed a juggernaut
323246 | Zig:24   | Killed a juggernaut
323246 | Zig:24   | Killed a juggernaut
323246 | Zig:24   | Killed a juggernaut
323246 | Zig:24   | Killed a juggernaut
323247 | Zig:24   | Noticed a juggernaut
323247 | Zig:24   | Noticed a juggernaut
323247 | Zig:24   | Noticed a juggernaut
323248 | Zig:24   | Noticed a juggernaut
323249 | Zig:24   | Noticed a juggernaut
323249 | Zig:24   | Noticed a juggernaut
323249 | Zig:24   | Noticed a juggernaut
323250 | Zig:24   | Noticed a juggernaut
323251 | Zig:24   | Noticed a juggernaut
323254 | Zig:24   | Noticed a juggernaut
323254 | Zig:24   | Noticed a juggernaut
323255 | Zig:24   | Noticed a juggernaut
323257 | Zig:24   | Noticed a juggernaut
323257 | Zig:24   | Noticed a juggernaut
323257 | Zig:24   | Noticed a juggernaut
323257 | Zig:24   | Noticed a juggernaut
323258 | Zig:24   | Noticed a juggernaut
323259 | Zig:24   | Killed a juggernaut
323259 | Zig:24   | Killed a juggernaut
323259 | Zig:24   | Killed a juggernaut
323259 | Zig:24   | Killed a juggernaut
323259 | Zig:24   | Killed a juggernaut
323259 | Zig:24   | Killed a juggernaut
323259 | Zig:24   | Killed a juggernaut
323259 | Zig:24   | Killed a juggernaut
323260 | Zig:24   | Noticed a juggernaut
323260 | Zig:24   | Noticed a juggernaut
323260 | Zig:24   | Killed a juggernaut
323262 | Zig:24   | Noticed a juggernaut
323263 | Zig:24   | Noticed a juggernaut
323264 | Zig:24   | Killed a juggernaut
323264 | Zig:24   | Killed a juggernaut
323264 | Zig:24   | Killed a juggernaut
323264 | Zig:24   | Killed a juggernaut
323264 | Zig:24   | Killed a juggernaut
323264 | Zig:24   | Killed a juggernaut
323264 | Zig:24   | Killed a juggernaut
323264 | Zig:24   | Killed a juggernaut
323264 | Zig:24   | Killed a juggernaut
323264 | Zig:24   | Killed a juggernaut
323264 | Zig:24   | Killed a juggernaut
323264 | Zig:24   | Killed a juggernaut
323265 | Zig:24   | Noticed a juggernaut
323265 | Zig:24   | Noticed a juggernaut
323266 | Zig:24   | Noticed a juggernaut
323267 | Zig:24   | Noticed a juggernaut
323271 | Zig:24   | Killed a juggernaut
323271 | Zig:24   | Killed a juggernaut
323271 | Zig:24   | Killed a juggernaut
323271 | Zig:24   | Killed a juggernaut
323271 | Zig:24   | Killed a juggernaut
323271 | Zig:24   | Killed a juggernaut
323271 | Zig:24   | Killed a juggernaut
323271 | Zig:24   | Killed a juggernaut
323310 | Zig:24   | Identified the +4 broad axe "Aneezon" {freeze, rN++ Int+3 Dex-3} (You found it on level 24 of a ziggurat)
323546 | Zig:24   | Got a flickering jade amulet
323547 | Zig:24   | Identified the amulet "Hoagorr" {+Rage Slay+2} (You found it on level 24 of a ziggurat)
323575 | Zig:24   | Got a steaming bone amulet
323576 | Zig:24   | Identified the amulet "Gygriten" {Spirit rElec rPois rC- SInv} (You found it on level 24 of a ziggurat)
323585 | Zig:24   | Got a fine ivory ring
323587 | Zig:24   | Identified the ring of Docwituor {rC+ rN+ Str+5 Dex+5} (You found it on level 24 of a ziggurat)
323607 | Zig:24   | Got a pitted zirconium amulet
323608 | Zig:24   | Identified the amulet of Qazlal's Hatred {+Blink +Rage Str-4 Slay+3} (You found it on level 24 of a ziggurat)
323611 | Zig:24   | Identified An Early Guide to the Arcane Arts
323614 | Zig:24   | Identified the +0 pair of gloves "Kuqupim" {Str+4 Dex-4 Slay+4} (You found it on level 24 of a ziggurat)
323763 | Zig:25   | Entered Level 25 of a ziggurat
323838 | Zig:25   | Identified the cursed -2 pair of boots of Indomitability {MR+ Dex+3} (You found it on level 25 of a ziggurat)
323958 | Zig:25   | Got a crude silver amulet
323959 | Zig:25   | Identified the amulet "Laseez" {Harm *Contam *Drain rPois Stlth+} (You found it on level 25 of a ziggurat)
323984 | Zig:25   | Got a heavily runed brass ring
323986 | Zig:25   | Identified the ring "Xociemmo" {Fire *Slow rElec Dex+5 Stlth+} (You found it on level 25 of a ziggurat)
324168 | Zig:26   | Entered Level 26 of a ziggurat
324260 | Zig:26   | Got a brightly glowing jade amulet
324261 | Zig:26   | Identified the amulet "Doikkum" {Harm *Corrode *Drain rElec Int+10} (You found it on level 26 of a ziggurat)
324269 | Zig:26   | Identified the Incunabulum of Captivating Snow
324507 | Zig:26   | Got a wavering lapis lazuli ring
324509 | Zig:26   | Identified the ring of Xeujaz {rElec rC+ MR++ MP+9 Slay+3} (You found it on level 26 of a ziggurat)
324518 | Zig:26   | Identified Waaq's Grimoire of Translocation
324742 | Zig:27   | Entered Level 27 of a ziggurat
324747 | Zig:27   | Noticed Damnuplu the pandemonium lord
324747 | Zig:27   | Noticed Liczyc the pandemonium lord
324750 | Zig:27   | Noticed Tila the pandemonium lord
324752 | Zig:27   | Noticed Ratu the pandemonium lord
324753 | Zig:27   | Noticed Baukh the pandemonium lord
324755 | Zig:27   | Noticed Hijatapyn the pandemonium lord
324756 | Zig:27   | Noticed Joodink the pandemonium lord
324757 | Zig:27   | Noticed Ciequl the pandemonium lord
324757 | Zig:27   | Killed Dofar the pandemonium lord
324757 | Zig:27   | Killed Liczyc the pandemonium lord
324757 | Zig:27   | Killed Ratu the pandemonium lord
324759 | Zig:27   | Noticed Ocwemaf the pandemonium lord
324759 | Zig:27   | Noticed Vaumex the pandemonium lord
324759 | Zig:27   | Noticed Daug Ling the pandemonium lord
324759 | Zig:27   | Killed Ciequl the pandemonium lord
324759 | Zig:27   | Killed Daug Ling the pandemonium lord
324759 | Zig:27   | Killed Tila the pandemonium lord
324759 | Zig:27   | Killed Joodink the pandemonium lord
324759 | Zig:27   | Killed Hijatapyn the pandemonium lord
324760 | Zig:27   | Noticed Limisalo the pandemonium lord
324760 | Zig:27   | Noticed Yrimon the pandemonium lord
324760 | Zig:27   | Noticed Duppaila the pandemonium lord
324760 | Zig:27   | Noticed Suqo the pandemonium lord
324761 | Zig:27   | Noticed Wisinwif the pandemonium lord
324762 | Zig:27   | Noticed Ridics the pandemonium lord
324762 | Zig:27   | Noticed Gech the pandemonium lord
324762 | Zig:27   | Killed Ocwemaf the pandemonium lord
324762 | Zig:27   | Killed Baukh the pandemonium lord
324764 | Zig:27   | Noticed Genok the pandemonium lord
324764 | Zig:27   | Noticed Saejytoi the pandemonium lord
324765 | Zig:27   | Noticed Nohia the pandemonium lord
324765 | Zig:27   | Noticed Bigify the pandemonium lord
324765 | Zig:27   | Killed Limisalo the pandemonium lord
324765 | Zig:27   | Killed Moafar the pandemonium lord
324766 | Zig:27   | Noticed Hicwom the pandemonium lord
324766 | Zig:27   | Noticed Ogodaes the pandemonium lord
324766 | Zig:27   | Killed Genok the pandemonium lord
324767 | Zig:27   | Noticed Maggoc the pandemonium lord
324768 | Zig:27   | Noticed Curchucom the pandemonium lord
324768 | Zig:27   | Noticed Haitutha the pandemonium lord
324769 | Zig:27   | Noticed Geefah the pandemonium lord
324769 | Zig:27   | Noticed Fysosoun the pandemonium lord
324769 | Zig:27   | Noticed Kuphywu the pandemonium lord
324770 | Zig:27   | Noticed Kipt the pandemonium lord
324770 | Zig:27   | Killed Saejytoi the pandemonium lord
324774 | Zig:27   | Noticed Mureetz the pandemonium lord
324774 | Zig:27   | Noticed Zecit the pandemonium lord
324775 | Zig:27   | Noticed Usic Qeu the pandemonium lord
324775 | Zig:27   | Killed Suqo the pandemonium lord
324776 | Zig:27   | Noticed Lucw the pandemonium lord
324776 | Zig:27   | Noticed Cuatih the pandemonium lord
324776 | Zig:27   | Noticed Yczib the pandemonium lord
324777 | Zig:27   | Noticed Awnity the pandemonium lord
324777 | Zig:27   | Killed Maggoc the pandemonium lord
324777 | Zig:27   | Killed Damnuplu the pandemonium lord
324777 | Zig:27   | Killed Yrimon the pandemonium lord
324777 | Zig:27   | Killed Bigify the pandemonium lord
324777 | Zig:27   | Killed Vaumex the pandemonium lord
324777 | Zig:27   | Killed Ogodaes the pandemonium lord
324778 | Zig:27   | Noticed Loinium the pandemonium lord
324778 | Zig:27   | Killed Nohia the pandemonium lord
324778 | Zig:27   | Killed Curchucom the pandemonium lord
324778 | Zig:27   | Killed Ridics the pandemonium lord
324778 | Zig:27   | Killed Haitutha the pandemonium lord
324778 | Zig:27   | Killed Gech the pandemonium lord
324779 | Zig:27   | Noticed Bimybl Poecs the pandemonium lord
324779 | Zig:27   | Killed Usic Qeu the pandemonium lord
324780 | Zig:27   | Noticed Heji the pandemonium lord
324781 | Zig:27   | Noticed Cuosapa the pandemonium lord
324781 | Zig:27   | Noticed Ajaxim the pandemonium lord
324781 | Zig:27   | Killed Cuatih the pandemonium lord
324782 | Zig:27   | Noticed Dowurech the pandemonium lord
324782 | Zig:27   | Noticed Koown the pandemonium lord
324782 | Zig:27   | Noticed Ivurugag the pandemonium lord
324783 | Zig:27   | Noticed Puek the pandemonium lord
324783 | Zig:27   | Killed Geefah the pandemonium lord
324784 | Zig:27   | Noticed Noynaid the pandemonium lord
324784 | Zig:27   | Noticed Axzotwihysk the pandemonium lord
324784 | Zig:27   | Killed Duppaila the pandemonium lord
324785 | Zig:27   | Noticed Koanil the pandemonium lord
324785 | Zig:27   | Noticed Damam the pandemonium lord
324785 | Zig:27   | Noticed Mixtoni the pandemonium lord
324786 | Zig:27   | Killed Mureetz the pandemonium lord
324787 | Zig:27   | Noticed Vaadgh the pandemonium lord
324788 | Zig:27   | Noticed Usagesmo the pandemonium lord
324788 | Zig:27   | Noticed Ytzar the pandemonium lord
324788 | Zig:27   | Killed Dowurech the pandemonium lord
324788 | Zig:27   | Killed Kuphywu the pandemonium lord
324788 | Zig:27   | Killed Wisinwif the pandemonium lord
324788 | Zig:27   | Killed Fysosoun the pandemonium lord
324788 | Zig:27   | Killed Mixtoni the pandemonium lord
324788 | Zig:27   | Killed Usagesmo the pandemonium lord
324788 | Zig:27   | Killed Kipt the pandemonium lord
324789 | Zig:27   | Noticed Palen the pandemonium lord
324789 | Zig:27   | Noticed Cavvisat the pandemonium lord
324789 | Zig:27   | Noticed Uwadigom the pandemonium lord
324791 | Zig:27   | Noticed Mion the pandemonium lord
324791 | Zig:27   | Killed Awnity the pandemonium lord
324791 | Zig:27   | Killed Lucw the pandemonium lord
324791 | Zig:27   | Killed Loinium the pandemonium lord
324792 | Zig:27   | Noticed Wimasi the pandemonium lord
324792 | Zig:27   | Noticed Fedwieso the pandemonium lord
324793 | Zig:27   | Noticed Jyohub the pandemonium lord
324793 | Zig:27   | Noticed Dosaorr the pandemonium lord
324793 | Zig:27   | Noticed Vaset the pandemonium lord
324793 | Zig:27   | Killed Fedwieso the pandemonium lord
324793 | Zig:27   | Killed Koanil the pandemonium lord
324794 | Zig:27   | Noticed Olikh the pandemonium lord
324794 | Zig:27   | Noticed Fescheu the pandemonium lord
324794 | Zig:27   | Noticed Kiskij the pandemonium lord
324794 | Zig:27   | Noticed Aqaishew the pandemonium lord
324794 | Zig:27   | Killed Vaadgh the pandemonium lord
324795 | Zig:27   | Noticed Musmumawu the pandemonium lord
324795 | Zig:27   | Noticed Zathoa the pandemonium lord
324795 | Zig:27   | Killed Hicwom the pandemonium lord
324795 | Zig:27   | Killed Puek the pandemonium lord
324795 | Zig:27   | Killed Ajaxim the pandemonium lord
324795 | Zig:27   | Killed Koown the pandemonium lord
324796 | Zig:27   | Noticed Ostish the pandemonium lord
324796 | Zig:27   | Noticed Wenk the pandemonium lord
324797 | Zig:27   | Noticed Firio the pandemonium lord
324797 | Zig:27   | Noticed Tacrixt the pandemonium lord
324797 | Zig:27   | Killed Aqaishew the pandemonium lord
324799 | Zig:27   | Noticed Dautups the pandemonium lord
324799 | Zig:27   | Noticed Desaps the pandemonium lord
324800 | Zig:27   | Noticed Eruh the pandemonium lord
324801 | Zig:27   | Noticed Zehu the pandemonium lord
324801 | Zig:27   | Killed Heji the pandemonium lord
324802 | Zig:27   | Noticed Kiul the pandemonium lord
324803 | Zig:27   | Noticed Tynubugh the pandemonium lord
324804 | Zig:27   | Noticed Keolat the pandemonium lord
324804 | Zig:27   | Noticed Hucroac the pandemonium lord
324804 | Zig:27   | Noticed Bosur the pandemonium lord
324804 | Zig:27   | Killed Damam the pandemonium lord
324804 | Zig:27   | Killed Tacrixt the pandemonium lord
324804 | Zig:27   | Killed Bimybl Poecs the pandemonium lord
324805 | Zig:27   | Noticed Tiusont the pandemonium lord
324806 | Zig:27   | Killed Noynaid the pandemonium lord
324807 | Zig:27   | Noticed Diantawk the pandemonium lord
324808 | Zig:27   | Noticed Weaxet the pandemonium lord
324808 | Zig:27   | Killed Palen the pandemonium lord
324808 | Zig:27   | Killed Zathoa the pandemonium lord
324808 | Zig:27   | Killed Fescheu the pandemonium lord
324809 | Zig:27   | Noticed Mualo the pandemonium lord
324810 | Zig:27   | Noticed Feamommi the pandemonium lord
324810 | Zig:27   | Killed Firio the pandemonium lord
324810 | Zig:27   | Killed Zecit the pandemonium lord
324811 | Zig:27   | Killed Wenk the pandemonium lord
324811 | Zig:27   | Killed Ytzar the pandemonium lord
324811 | Zig:27   | Killed Ostish the pandemonium lord
324812 | Zig:27   | Noticed Koitin the pandemonium lord
324812 | Zig:27   | Killed Hucroac the pandemonium lord
324812 | Zig:27   | Killed Wimasi the pandemonium lord
324812 | Zig:27   | Killed Cavvisat the pandemonium lord
324812 | Zig:27   | Killed Zehu the pandemonium lord
324812 | Zig:27   | Killed Jyohub the pandemonium lord
324812 | Zig:27   | Killed Olikh the pandemonium lord
324812 | Zig:27   | Killed Eruh the pandemonium lord
324812 | Zig:27   | Killed Mion the pandemonium lord
324812 | Zig:27   | Killed Kiskij the pandemonium lord
324812 | Zig:27   | Killed Cuosapa the pandemonium lord
324813 | Zig:27   | Noticed Poxtauka the pandemonium lord
324813 | Zig:27   | Noticed Poci the pandemonium lord
324813 | Zig:27   | Noticed Riry the pandemonium lord
324814 | Zig:27   | Noticed Fasusu Dupn the pandemonium lord
324815 | Zig:27   | Noticed Wadonimn the pandemonium lord
324815 | Zig:27   | Noticed Vuol the pandemonium lord
324815 | Zig:27   | Noticed Jiexket the pandemonium lord
324815 | Zig:27   | Noticed Pasumung the pandemonium lord
324816 | Zig:27   | Killed Jiexket the pandemonium lord
324816 | Zig:27   | Killed Tiusont the pandemonium lord
324816 | Zig:27   | Killed Mualo the pandemonium lord
324816 | Zig:27   | Killed Poxtauka the pandemonium lord
324818 | Zig:27   | Noticed Ithymi the pandemonium lord
324818 | Zig:27   | Noticed Esosoik the pandemonium lord
324818 | Zig:27   | Noticed Vadic the pandemonium lord
324818 | Zig:27   | Noticed Vuciohag the pandemonium lord
324818 | Zig:27   | Noticed Daishra the pandemonium lord
324818 | Zig:27   | Killed Ivurugag the pandemonium lord
324818 | Zig:27   | Killed Musmumawu the pandemonium lord
324818 | Zig:27   | Killed Kiul the pandemonium lord
324819 | Zig:27   | Noticed Juni the pandemonium lord
324819 | Zig:27   | Noticed Cainipi the pandemonium lord
324819 | Zig:27   | Noticed Piafral the pandemonium lord
324820 | Zig:27   | Noticed Rowutivi the pandemonium lord
324820 | Zig:27   | Noticed Gohufeq the pandemonium lord
324821 | Zig:27   | Noticed Rucousiu the pandemonium lord
324821 | Zig:27   | Noticed Punoy the pandemonium lord
324821 | Zig:27   | Noticed Giwiyk the pandemonium lord
324823 | Zig:27   | Noticed Wuvuopt the pandemonium lord
324823 | Zig:27   | Noticed Emyar the pandemonium lord
324823 | Zig:27   | Killed Daishra the pandemonium lord
324824 | Zig:27   | Noticed Ritsy the pandemonium lord
324824 | Zig:27   | Noticed Pocsun the pandemonium lord
324825 | Zig:27   | Noticed Ajenis the pandemonium lord
324825 | Zig:27   | Killed Axzotwihysk the pandemonium lord
324825 | Zig:27   | Killed Keolat the pandemonium lord
324825 | Zig:27   | Killed Vuol the pandemonium lord
324825 | Zig:27   | Killed Dosaorr the pandemonium lord
324825 | Zig:27   | Killed Emyar the pandemonium lord
324825 | Zig:27   | Killed Vuciohag the pandemonium lord
324825 | Zig:27   | Killed Saloisor the pandemonium lord
324827 | Zig:27   | Noticed Baboge the pandemonium lord
324827 | Zig:27   | Noticed Syucusmutz the pandemonium lord
324827 | Zig:27   | Noticed Sapenett the pandemonium lord
324827 | Zig:27   | Killed Desaps the pandemonium lord
324828 | Zig:27   | Noticed Geogah the pandemonium lord
324828 | Zig:27   | Noticed Pypor the pandemonium lord
324829 | Zig:27   | Noticed Achehit the pandemonium lord
324830 | Zig:27   | Noticed Meig the pandemonium lord
324830 | Zig:27   | Noticed Ycixkuat the pandemonium lord
324830 | Zig:27   | Noticed Pyiqurid the pandemonium lord
324830 | Zig:27   | Killed Tynubugh the pandemonium lord
324830 | Zig:27   | Killed Pocsun the pandemonium lord
324830 | Zig:27   | Killed Bosur the pandemonium lord
324830 | Zig:27   | Killed Juni the pandemonium lord
324831 | Zig:27   | Noticed Axkuga the pandemonium lord
324831 | Zig:27   | Noticed Geusk the pandemonium lord
324831 | Zig:27   | Noticed Pouse the pandemonium lord
324832 | Zig:27   | Noticed Jegos the pandemonium lord
324832 | Zig:27   | Noticed Wasius the pandemonium lord
324832 | Zig:27   | Noticed Hioxigim the pandemonium lord
324832 | Zig:27   | Killed Koitin the pandemonium lord
324832 | Zig:27   | Killed Feamommi the pandemonium lord
324832 | Zig:27   | Killed Giwiyk the pandemonium lord
324833 | Zig:27   | Noticed Vofientus the pandemonium lord
324833 | Zig:27   | Killed Esosoik the pandemonium lord
324833 | Zig:27   | Killed Ithymi the pandemonium lord
324833 | Zig:27   | Killed Wuvuopt the pandemonium lord
324833 | Zig:27   | Killed Vadic the pandemonium lord
324834 | Zig:27   | Noticed Plog the pandemonium lord
324834 | Zig:27   | Noticed Tunil the pandemonium lord
324834 | Zig:27   | Noticed Tafip the pandemonium lord
324834 | Zig:27   | Noticed Otaups the pandemonium lord
324834 | Zig:27   | Noticed Olipug the pandemonium lord
324834 | Zig:27   | Noticed Erus the pandemonium lord
324834 | Zig:27   | Noticed Ogoopn the pandemonium lord
324834 | Zig:27   | Noticed Luggussu the pandemonium lord
324834 | Zig:27   | Noticed Alukahesh the pandemonium lord
324834 | Zig:27   | Noticed Julibreryc the pandemonium lord
324834 | Zig:27   | Noticed Repsael the pandemonium lord
324834 | Zig:27   | Noticed Asinny the pandemonium lord
324834 | Zig:27   | Noticed Sukhlemn the pandemonium lord
324834 | Zig:27   | Noticed Efut Cee the pandemonium lord
324834 | Zig:27   | Noticed Potz the pandemonium lord
324834 | Zig:27   | Noticed Kuicsoap the pandemonium lord
324834 | Zig:27   | Noticed Ruloew the pandemonium lord
324834 | Zig:27   | Noticed Osenob the pandemonium lord
324834 | Zig:27   | Noticed Useplidgh the pandemonium lord
324834 | Zig:27   | Noticed Lirysu the pandemonium lord
324834 | Zig:27   | Noticed Zevuit the pandemonium lord
324834 | Zig:27   | Noticed Bileel the pandemonium lord
324834 | Zig:27   | Noticed Leinyh the pandemonium lord
324834 | Zig:27   | Noticed Xinifal the pandemonium lord
324834 | Zig:27   | Noticed Pitef the pandemonium lord
324834 | Zig:27   | Killed Gohufeq the pandemonium lord
324835 | Zig:27   | Noticed Hetafosm the pandemonium lord
324836 | Zig:27   | Noticed Tamurphesch the pandemonium lord
324837 | Zig:27   | Killed Pasumung the pandemonium lord
324837 | Zig:27   | Killed Rowutivi the pandemonium lord
324838 | Zig:27   | Noticed Ygompig the pandemonium lord
324838 | Zig:27   | Noticed Ucworrus the pandemonium lord
324838 | Zig:27   | Noticed Zyrioj the pandemonium lord
324838 | Zig:27   | Noticed Jaoden Xirr the pandemonium lord
324838 | Zig:27   | Noticed Beum the pandemonium lord
324838 | Zig:27   | Noticed Suacyg the pandemonium lord
324838 | Zig:27   | Noticed Iraj the pandemonium lord
324840 | Zig:27   | Noticed Edilaxes the pandemonium lord
324843 | Zig:27   | Killed Zyrioj the pandemonium lord
324844 | Zig:27   | Killed Beum the pandemonium lord
324847 | Zig:27   | Killed Ucworrus the pandemonium lord
324850 | Zig:27   | Killed Iraj the pandemonium lord
324850 | Zig:27   | Killed Ygompig the pandemonium lord
324850 | Zig:27   | Killed Edilaxes the pandemonium lord
324858 | Zig:27   | Noticed Ahuele the pandemonium lord
324859 | Zig:27   | Noticed Dedamaz the pandemonium lord
324861 | Zig:27   | Noticed Ettusaed the pandemonium lord
324861 | Zig:27   | Noticed Acven the pandemonium lord
324861 | Zig:27   | Noticed Qivex the pandemonium lord
324861 | Zig:27   | Killed Voacropt the pandemonium lord
324862 | Zig:27   | Noticed Voysewno the pandemonium lord
324862 | Zig:27   | Noticed Liegoc the pandemonium lord
324863 | Zig:27   | Noticed Kyarokhli the pandemonium lord
324864 | Zig:27   | Killed Kyarokhli the pandemonium lord
324864 | Zig:27   | Killed Dedamaz the pandemonium lord
324864 | Zig:27   | Killed Liegoc the pandemonium lord
324864 | Zig:27   | Killed Ahuele the pandemonium lord
324865 | Zig:27   | Noticed Otigiocs the pandemonium lord
324865 | Zig:27   | Noticed Eronisot the pandemonium lord
324865 | Zig:27   | Noticed Asykib the pandemonium lord
324865 | Zig:27   | Noticed Rowug the pandemonium lord
324868 | Zig:27   | Killed Rowug the pandemonium lord
324868 | Zig:27   | Killed Acven the pandemonium lord
324869 | Zig:27   | Noticed Liseq the pandemonium lord
324869 | Zig:27   | Noticed Joclas the pandemonium lord
324870 | Zig:27   | Noticed Cimeiph the pandemonium lord
324871 | Zig:27   | Noticed Osad the pandemonium lord
324872 | Zig:27   | Noticed Suim Wad the pandemonium lord
324872 | Zig:27   | Cast into level 5 of the Abyss (Suacyg)
324872 | Abyss:5  | Entered Level 5 of the Abyss
324946 | Zig:27   | Escaped the Abyss
324946 | Zig:27   | Noticed Naulojuu the pandemonium lord
324946 | Zig:27   | Noticed Afeilal the pandemonium lord
324946 | Zig:27   | Noticed Elinut the pandemonium lord
324947 | Zig:27   | Noticed Jyemuj the pandemonium lord
324948 | Zig:27   | Noticed Qyurid the pandemonium lord
324949 | Zig:27   | Noticed Ustoemic the pandemonium lord
324949 | Zig:27   | Noticed Plog the pandemonium lord
324950 | Zig:27   | Noticed Plog the pandemonium lord
324951 | Zig:27   | Noticed Maseac the pandemonium lord
324951 | Zig:27   | Noticed Lifikeosh the pandemonium lord
324951 | Zig:27   | Noticed Maedegg the pandemonium lord
324951 | Zig:27   | Killed Elinut the pandemonium lord
324951 | Zig:27   | Killed Qivex the pandemonium lord
324953 | Zig:27   | Killed Ettusaed the pandemonium lord
324954 | Zig:27   | Killed Naulojuu the pandemonium lord
324955 | Zig:27   | Noticed Lakk the pandemonium lord
324955 | Zig:27   | Killed Itoitzung the pandemonium lord
324955 | Zig:27   | Killed Asykib the pandemonium lord
324955 | Zig:27   | Killed Otigiocs the pandemonium lord
324955 | Zig:27   | Killed Maseac the pandemonium lord
324956 | Zig:27   | Noticed Rytraiv the pandemonium lord
324956 | Zig:27   | Killed Voysewno the pandemonium lord
324957 | Zig:27   | Noticed Siofris the pandemonium lord
324957 | Zig:27   | Noticed Atonn the pandemonium lord
324958 | Zig:27   | Noticed Nurghatei the pandemonium lord
324958 | Zig:27   | Noticed Efeany the pandemonium lord
324958 | Zig:27   | Noticed Igyuts the pandemonium lord
324958 | Zig:27   | Noticed Ketuog Zuo the pandemonium lord
324959 | Zig:27   | Noticed Izischann the pandemonium lord
324959 | Zig:27   | Noticed Vozoah the pandemonium lord
324960 | Zig:27   | Noticed Kepem the pandemonium lord
324960 | Zig:27   | Noticed Quis the pandemonium lord
324960 | Zig:27   | Killed Osad the pandemonium lord
324960 | Zig:27   | Killed Suim Wad the pandemonium lord
324960 | Zig:27   | Killed Qyurid the pandemonium lord
324961 | Zig:27   | Noticed Jeinuoc the pandemonium lord
324962 | Zig:27   | Noticed Ucraxtik the pandemonium lord
324962 | Zig:27   | Killed Suacyg the pandemonium lord
324963 | Zig:27   | Noticed Goamny the pandemonium lord
324963 | Zig:27   | Noticed Piphow the pandemonium lord
324964 | Zig:27   | Noticed Guhijaeg the pandemonium lord
324964 | Zig:27   | Killed Quis the pandemonium lord
324964 | Zig:27   | Killed Joclas the pandemonium lord
324964 | Zig:27   | Killed Maedegg the pandemonium lord
324964 | Zig:27   | Killed Tabuzer the pandemonium lord
324964 | Zig:27   | Killed Nurghatei the pandemonium lord
324964 | Zig:27   | Killed Afeilal the pandemonium lord
324964 | Zig:27   | Killed Goamny the pandemonium lord
324964 | Zig:27   | Killed Woun the pandemonium lord
324966 | Zig:27   | Noticed Kyefud the pandemonium lord
324966 | Zig:27   | Killed Efeany the pandemonium lord
324966 | Zig:27   | Killed Liseq the pandemonium lord
324966 | Zig:27   | Killed Lakk the pandemonium lord
324966 | Zig:27   | Killed Plog the pandemonium lord
324966 | Zig:27   | Noticed Welo the pandemonium lord
324968 | Zig:27   | Noticed Inuppuing the pandemonium lord
324969 | Zig:27   | Noticed Xutiylio the pandemonium lord
324969 | Zig:27   | Noticed Virowot the pandemonium lord
324970 | Zig:27   | Noticed Wusmavuw the pandemonium lord
324970 | Zig:27   | Noticed Wicehat the pandemonium lord
324970 | Zig:27   | Noticed Sefesat the pandemonium lord
324970 | Zig:27   | Killed Kepem the pandemonium lord
324970 | Zig:27   | Killed Vozoah the pandemonium lord
324970 | Zig:27   | Killed Kyefud the pandemonium lord
324970 | Zig:27   | Killed Jyemuj the pandemonium lord
324970 | Zig:27   | Killed Ucraxtik the pandemonium lord
324971 | Zig:27   | Noticed Teshrout the pandemonium lord
324972 | Zig:27   | Killed Sefesat the pandemonium lord
324972 | Zig:27   | Killed Igyuts the pandemonium lord
324972 | Zig:27   | Killed Izischann the pandemonium lord
324972 | Zig:27   | Killed Wicehat the pandemonium lord
324972 | Zig:27   | Killed Plog the pandemonium lord
324972 | Zig:27   | Killed Lifikeosh the pandemonium lord
324972 | Zig:27   | Killed Rytraiv the pandemonium lord
324972 | Zig:27   | Noticed Inogob the pandemonium lord
324973 | Zig:27   | Noticed Hedghos the pandemonium lord
324973 | Zig:27   | Noticed Doruguf the pandemonium lord
324973 | Zig:27   | Noticed Aleim the pandemonium lord
324973 | Zig:27   | Noticed Hecihim the pandemonium lord
324973 | Zig:27   | Noticed Nash the pandemonium lord
324973 | Zig:27   | Noticed Bouwito the pandemonium lord
324973 | Zig:27   | Noticed Jaejots the pandemonium lord
324973 | Zig:27   | Noticed Saoroc the pandemonium lord
324973 | Zig:27   | Noticed Yjoecar the pandemonium lord
324973 | Zig:27   | Noticed Gufri the pandemonium lord
324973 | Zig:27   | Noticed Jucro Bubith the pandemonium lord
324973 | Zig:27   | Killed Ustoemic the pandemonium lord
324974 | Zig:27   | Noticed Ecog the pandemonium lord
324974 | Zig:27   | Noticed Legafeig the pandemonium lord
324974 | Zig:27   | Killed Piphow the pandemonium lord
324975 | Zig:27   | Noticed Cihiappy the pandemonium lord
324975 | Zig:27   | Noticed Vurram the pandemonium lord
324975 | Zig:27   | Noticed Wyfoess the pandemonium lord
324975 | Zig:27   | Noticed Ovowo the pandemonium lord
324975 | Zig:27   | Noticed Pekhliuh the pandemonium lord
324975 | Zig:27   | Noticed Cehiw the pandemonium lord
324976 | Zig:27   | Noticed Vipte the pandemonium lord
324976 | Zig:27   | Killed Cimeiph the pandemonium lord
324977 | Zig:27   | Noticed Eryun the pandemonium lord
324977 | Zig:27   | Noticed Tinwan the pandemonium lord
324977 | Zig:27   | Noticed Luliliq the pandemonium lord
324977 | Zig:27   | Paralysed by Atonn for 7 turns
324977 | Zig:27   | Killed Hecihim the pandemonium lord
324977 | Zig:27   | Killed Jaoden Xirr the pandemonium lord
324978 | Zig:27   | Noticed Tackinit the pandemonium lord
324978 | Zig:27   | Noticed Gohasiju the pandemonium lord
324979 | Zig:27   | Noticed Reaj the pandemonium lord
324979 | Zig:27   | Noticed Archi Loc the pandemonium lord
324979 | Zig:27   | Noticed Yxetos the pandemonium lord
324979 | Zig:27   | Noticed Uggu the pandemonium lord
324979 | Zig:27   | Noticed Royss the pandemonium lord
324979 | Zig:27   | Noticed Fiemiywn the pandemonium lord
324979 | Zig:27   | Noticed Keydoupt the pandemonium lord
324979 | Zig:27   | Noticed Coenonk the pandemonium lord
324980 | Zig:27   | Noticed Sasechut the pandemonium lord
324980 | Zig:27   | Noticed Juedgh the pandemonium lord
324980 | Zig:27   | Noticed Jourch the pandemonium lord
324980 | Zig:27   | Noticed Mannaas the pandemonium lord
324980 | Zig:27   | Noticed Wagempobli the pandemonium lord
324982 | Zig:27   | Noticed Biax the pandemonium lord
324982 | Zig:27   | Noticed Cegy the pandemonium lord
324983 | Zig:27   | Noticed Ineplyu the pandemonium lord
324984 | Zig:27   | Noticed Noixtet the pandemonium lord
324986 | Zig:27   | Noticed Quce the pandemonium lord
324989 | Zig:27   | Noticed Piyder the pandemonium lord
324989 | Zig:27   | Killed Rucousiu the pandemonium lord
324990 | Zig:27   | Killed Cegy the pandemonium lord
324990 | Zig:27   | Killed Repsael the pandemonium lord
324990 | Zig:27   | Killed Gohasiju the pandemonium lord
324990 | Zig:27   | Killed Tafip the pandemonium lord
324990 | Zig:27   | Killed Keydoupt the pandemonium lord
324991 | Zig:27   | Killed Biax the pandemonium lord
324994 | Zig:27   | Noticed Luco the pandemonium lord
324994 | Zig:27   | Killed Sasechut the pandemonium lord
324994 | Zig:27   | Killed Noixtet the pandemonium lord
324994 | Zig:27   | Killed Juedgh the pandemonium lord
324995 | Zig:27   | Killed Ycixkuat the pandemonium lord
324996 | Zig:27   | Noticed Zelonkyff the pandemonium lord
324996 | Zig:27   | Noticed Gautuwuk the pandemonium lord
324996 | Zig:27   | Noticed Votaruis the pandemonium lord
324996 | Zig:27   | Noticed Neesh the pandemonium lord
324996 | Zig:27   | Noticed Miorekla the pandemonium lord
324996 | Zig:27   | Noticed Umoerul the pandemonium lord
324996 | Zig:27   | Noticed Yrowar the pandemonium lord
324996 | Zig:27   | Noticed Feump the pandemonium lord
324996 | Zig:27   | Noticed Pir Lian the pandemonium lord
324996 | Zig:27   | Noticed Voewy the pandemonium lord
324996 | Zig:27   | Noticed Seecria the pandemonium lord
324997 | Zig:27   | Noticed Ritteum the pandemonium lord
324997 | Zig:27   | Noticed Tehoxoal the pandemonium lord
324997 | Zig:27   | Noticed Egenierrust the pandemonium lord
325009 | Zig:27   | Killed Seecria the pandemonium lord
325010 | Zig:27   | Noticed Amy Wir the pandemonium lord
325010 | Zig:27   | Killed Egenierrust the pandemonium lord
325010 | Zig:27   | Killed Osenob the pandemonium lord
325011 | Zig:27   | Killed Diantawk the pandemonium lord
325011 | Zig:27   | Killed Piafral the pandemonium lord
325011 | Zig:27   | Killed Potz the pandemonium lord
325011 | Zig:27   | Killed Ogoopn the pandemonium lord
325011 | Zig:27   | Killed Voewy the pandemonium lord
325012 | Zig:27   | Killed Umoerul the pandemonium lord
325012 | Zig:27   | Killed Zelonkyff the pandemonium lord
325012 | Zig:27   | Killed Amy Wir the pandemonium lord
325012 | Zig:27   | Killed Neesh the pandemonium lord
325012 | Zig:27   | Killed Dautups the pandemonium lord
325012 | Zig:27   | Killed Pitef the pandemonium lord
325014 | Zig:27   | Noticed Wofargh the pandemonium lord
325015 | Zig:27   | Noticed Lisacuomp the pandemonium lord
325015 | Zig:27   | Killed Lirysu the pandemonium lord
325015 | Zig:27   | Killed Lisacuomp the pandemonium lord
325015 | Zig:27   | Killed Gautuwuk the pandemonium lord
325018 | Zig:27   | Noticed Womoimpu the pandemonium lord
325019 | Zig:27   | Noticed Irphin the pandemonium lord
325019 | Zig:27   | Killed Kuicsoap the pandemonium lord
325019 | Zig:27   | Killed Geusk the pandemonium lord
325019 | Zig:27   | Killed Baboge the pandemonium lord
325019 | Zig:27   | Killed Wofargh the pandemonium lord
325019 | Zig:27   | Killed Alukahesh the pandemonium lord
325021 | Zig:27   | Noticed Sopab the pandemonium lord
325021 | Zig:27   | Killed Wadonimn the pandemonium lord
325021 | Zig:27   | Killed Poci the pandemonium lord
325021 | Zig:27   | Killed Womoimpu the pandemonium lord
325023 | Zig:27   | Noticed Nash the pandemonium lord
325023 | Zig:27   | Killed Axkuga the pandemonium lord
325023 | Zig:27   | Killed Cainipi the pandemonium lord
325023 | Zig:27   | Killed Feump the pandemonium lord
325023 | Zig:27   | Killed Yczib the pandemonium lord
325023 | Zig:27   | Killed Jegos the pandemonium lord
325024 | Zig:27   | Killed Pypor the pandemonium lord
325025 | Zig:27   | Noticed Woq Arch the pandemonium lord
325025 | Zig:27   | Killed Nash the pandemonium lord
325025 | Zig:27   | Killed Xinifal the pandemonium lord
325025 | Zig:27   | Killed Uggu the pandemonium lord
325026 | Zig:27   | Noticed Axya the pandemonium lord
325026 | Zig:27   | Killed Useplidgh the pandemonium lord
325027 | Zig:27   | Noticed Taliet the pandemonium lord
325027 | Zig:27   | Killed Ruloew the pandemonium lord
325027 | Zig:27   | Killed Sukhlemn the pandemonium lord
325027 | Zig:27   | Killed Pouse the pandemonium lord
325027 | Zig:27   | Killed Zevuit the pandemonium lord
325028 | Zig:27   | Noticed Ivashia the pandemonium lord
325030 | Zig:27   | Killed Qouxt the pandemonium lord
325030 | Zig:27   | Killed Pyiqurid the pandemonium lord
325032 | Zig:27   | Noticed Fixtyc the pandemonium lord
325032 | Zig:27   | Noticed Tineruag the pandemonium lord
325032 | Zig:27   | Killed Miorekla the pandemonium lord
325032 | Zig:27   | Killed Sopab the pandemonium lord
325032 | Zig:27   | Killed Bileel the pandemonium lord
325032 | Zig:27   | Killed Tamurphesch the pandemonium lord
325032 | Zig:27   | Killed Pir Lian the pandemonium lord
325032 | Zig:27   | Killed Hetafosm the pandemonium lord
325033 | Zig:27   | Killed Tunil the pandemonium lord
325033 | Zig:27   | Killed Olipug the pandemonium lord
325033 | Zig:27   | Killed Ritsy the pandemonium lord
325033 | Zig:27   | Killed Syucusmutz the pandemonium lord
325033 | Zig:27   | Killed Irphin the pandemonium lord
325034 | Zig:27   | Noticed Saac the pandemonium lord
325034 | Zig:27   | Noticed Ucuik the pandemonium lord
325034 | Zig:27   | Killed Hedghos the pandemonium lord
325034 | Zig:27   | Killed Ivashia the pandemonium lord
325034 | Zig:27   | Killed Taliet the pandemonium lord
325034 | Zig:27   | Killed Axya the pandemonium lord
325034 | Zig:27   | Killed Meig the pandemonium lord
325034 | Zig:27   | Killed Ritteum the pandemonium lord
325034 | Zig:27   | Killed Yrowar the pandemonium lord
325035 | Zig:27   | Noticed Rieritir the pandemonium lord
325036 | Zig:27   | Noticed Six Boogg the pandemonium lord
325037 | Zig:27   | Noticed Zibreg the pandemonium lord
325037 | Zig:27   | Noticed Vaucsig the pandemonium lord
325037 | Zig:27   | Noticed Itriss the pandemonium lord
325038 | Zig:27   | Noticed Cafan the pandemonium lord
325039 | Zig:27   | Killed Efut Cee the pandemonium lord
325041 | Zig:27   | Noticed Kygyxaen the pandemonium lord
325044 | Zig:27   | Killed Ucuik the pandemonium lord
325044 | Zig:27   | Killed Archi Loc the pandemonium lord
325044 | Zig:27   | Killed Asinny the pandemonium lord
325046 | Zig:27   | Noticed Fianunn the pandemonium lord
325046 | Zig:27   | Killed Woq Arch the pandemonium lord
325046 | Zig:27   | Killed Tineruag the pandemonium lord
325046 | Zig:27   | Killed Ajenis the pandemonium lord
325046 | Zig:27   | Killed Mannaas the pandemonium lord
325048 | Zig:27   | Killed Votaruis the pandemonium lord
325048 | Zig:27   | Killed Julibreryc the pandemonium lord
325048 | Zig:27   | Killed Rieritir the pandemonium lord
325049 | Zig:27   | Killed Fixtyc the pandemonium lord
325051 | Zig:27   | Noticed Tugran the pandemonium lord
325052 | Zig:27   | Noticed Eriss the pandemonium lord
325052 | Zig:27   | Killed Six Boogg the pandemonium lord
325052 | Zig:27   | Killed Piyder the pandemonium lord
325053 | Zig:27   | Killed Sapenett the pandemonium lord
325053 | Zig:27   | Killed Zibreg the pandemonium lord
325053 | Zig:27   | Killed Fasusu Dupn the pandemonium lord
325054 | Zig:27   | Noticed Jiefazxi the pandemonium lord
325054 | Zig:27   | Noticed Ilieqi the pandemonium lord
325054 | Zig:27   | Killed Reaj the pandemonium lord
325055 | Zig:27   | Noticed Oklaiffu the pandemonium lord
325055 | Zig:27   | Killed Uwadigom the pandemonium lord
325055 | Zig:27   | Killed Vofientus the pandemonium lord
325055 | Zig:27   | Killed Otaups the pandemonium lord
325055 | Zig:27   | Killed Wasius the pandemonium lord
325055 | Zig:27   | Killed Fiemiywn the pandemonium lord
325055 | Zig:27   | Killed Tehoxoal the pandemonium lord
325055 | Zig:27   | Killed Plog the pandemonium lord
325055 | Zig:27   | Killed Tugran the pandemonium lord
325056 | Zig:27   | Noticed Baonn the pandemonium lord
325056 | Zig:27   | Killed Saac the pandemonium lord
325057 | Zig:27   | Noticed Zuzuop the pandemonium lord
325057 | Zig:27   | Noticed Eseeharch the pandemonium lord
325057 | Zig:27   | Killed Fianunn the pandemonium lord
325057 | Zig:27   | Killed Oklaiffu the pandemonium lord
325057 | Zig:27   | Killed Itriss the pandemonium lord
325057 | Zig:27   | Killed Cafan the pandemonium lord
325057 | Zig:27   | Killed Eriss the pandemonium lord
325057 | Zig:27   | Killed Quce the pandemonium lord
325057 | Zig:27   | Killed Wagempobli the pandemonium lord
325058 | Zig:27   | Noticed Zus Lir the pandemonium lord
325059 | Zig:27   | Noticed Horifem the pandemonium lord
325059 | Zig:27   | Noticed Ubyazinu the pandemonium lord
325060 | Zig:27   | Noticed Daupneuf the pandemonium lord
325060 | Zig:27   | Noticed Leqish the pandemonium lord
325061 | Zig:27   | Killed Luco the pandemonium lord
325061 | Zig:27   | Killed Kygyxaen the pandemonium lord
325062 | Zig:27   | Noticed Huiliv the pandemonium lord
325063 | Zig:27   | Noticed Puwn the pandemonium lord
325063 | Zig:27   | Noticed Veteiz the pandemonium lord
325063 | Zig:27   | Killed Jourch the pandemonium lord
325063 | Zig:27   | Killed Vaucsig the pandemonium lord
325064 | Zig:27   | Noticed Niyxteut the pandemonium lord
325065 | Zig:27   | Noticed Orahi the pandemonium lord
325065 | Zig:27   | Killed Huiliv the pandemonium lord
325065 | Zig:27   | Killed Leinyh the pandemonium lord
325065 | Zig:27   | Killed Hioxigim the pandemonium lord
325065 | Zig:27   | Killed Eseeharch the pandemonium lord
325065 | Zig:27   | Killed Geogah the pandemonium lord
325065 | Zig:27   | Killed Ilieqi the pandemonium lord
325066 | Zig:27   | Noticed Ontegoblic the pandemonium lord
325066 | Zig:27   | Noticed Maddusyu the pandemonium lord
325066 | Zig:27   | Killed Doruguf the pandemonium lord
325067 | Zig:27   | Noticed Lahaxa the pandemonium lord
325067 | Zig:27   | Noticed Vyifripa the pandemonium lord
325070 | Zig:27   | Noticed Irewnaow the pandemonium lord
325070 | Zig:27   | Killed Irewnaow the pandemonium lord
325070 | Zig:27   | Killed Puwn the pandemonium lord
325071 | Zig:27   | Killed Weaxet the pandemonium lord
325071 | Zig:27   | Killed Tackinit the pandemonium lord
325072 | Zig:27   | Killed Orahi the pandemonium lord
325073 | Zig:27   | Killed Daupneuf the pandemonium lord
325073 | Zig:27   | Killed Veteiz the pandemonium lord
325073 | Zig:27   | Killed Gooz Fuj the pandemonium lord
325073 | Zig:27   | Killed Coenonk the pandemonium lord
325073 | Zig:27   | Killed Baonn the pandemonium lord
325074 | Zig:27   | Killed Horifem the pandemonium lord
325074 | Zig:27   | Killed Royss the pandemonium lord
325075 | Zig:27   | Killed Niyxteut the pandemonium lord
325075 | Zig:27   | Killed Wusmavuw the pandemonium lord
325076 | Zig:27   | Noticed Webli the pandemonium lord
325076 | Zig:27   | Noticed Qyech the pandemonium lord
325076 | Zig:27   | Killed Zus Lir the pandemonium lord
325076 | Zig:27   | Killed Eryun the pandemonium lord
325076 | Zig:27   | Killed Lahaxa the pandemonium lord
325076 | Zig:27   | Killed Zuzuop the pandemonium lord
325076 | Zig:27   | Killed Maddusyu the pandemonium lord
325077 | Zig:27   | Noticed Pybiefot the pandemonium lord
325077 | Zig:27   | Noticed Fual the pandemonium lord
325078 | Zig:27   | Killed Leqish the pandemonium lord
325079 | Zig:27   | Noticed Ehiaqin the pandemonium lord
325079 | Zig:27   | Noticed Petseomn the pandemonium lord
325079 | Zig:27   | Noticed Diodank the pandemonium lord
325080 | Zig:27   | Killed Ubyazinu the pandemonium lord
325080 | Zig:27   | Killed Fual the pandemonium lord
325080 | Zig:27   | Killed Webli the pandemonium lord
325080 | Zig:27   | Killed Petseomn the pandemonium lord
325081 | Zig:27   | Noticed Niycoula the pandemonium lord
325081 | Zig:27   | Noticed Noumpez the pandemonium lord
325082 | Zig:27   | Noticed Hoepiv the pandemonium lord
325085 | Zig:27   | Noticed Dyfiurics the pandemonium lord
325086 | Zig:27   | Noticed Nyata the pandemonium lord
325089 | Zig:27   | Killed Ovowo the pandemonium lord
325090 | Zig:27   | Killed Noumpez the pandemonium lord
325090 | Zig:27   | Killed Qyech the pandemonium lord
325090 | Zig:27   | Killed Vyifripa the pandemonium lord
325092 | Zig:27   | Killed Pybiefot the pandemonium lord
325094 | Zig:27   | Noticed Jerow the pandemonium lord
325095 | Zig:27   | Noticed Irruwk the pandemonium lord
325095 | Zig:27   | Killed Punoy the pandemonium lord
325095 | Zig:27   | Killed Welo the pandemonium lord
325096 | Zig:27   | Noticed Ahu Dad the pandemonium lord
325097 | Zig:27   | Noticed Zeti the pandemonium lord
325097 | Zig:27   | Noticed Lupus the pandemonium lord
325097 | Zig:27   | Noticed Oduf Icw the pandemonium lord
325098 | Zig:27   | Noticed Zusuherph the pandemonium lord
325098 | Zig:27   | Killed Ontegoblic the pandemonium lord
325099 | Zig:27   | Killed Legafeig the pandemonium lord
325099 | Zig:27   | Killed Diodank the pandemonium lord
325100 | Zig:27   | Noticed Dukurph the pandemonium lord
325100 | Zig:27   | Killed Ineplyu the pandemonium lord
325100 | Zig:27   | Killed Wyfoess the pandemonium lord
325102 | Zig:27   | Noticed Fubronoed the pandemonium lord
325103 | Zig:27   | Noticed Iptyosmiu the pandemonium lord
325103 | Zig:27   | Noticed Jiruta the pandemonium lord
325103 | Zig:27   | Killed Hoepiv the pandemonium lord
325104 | Zig:27   | Killed Riry the pandemonium lord
325104 | Zig:27   | Killed Jiefazxi the pandemonium lord
325105 | Zig:27   | Noticed Xopnaed the pandemonium lord
325105 | Zig:27   | Noticed Mekk the pandemonium lord
325105 | Zig:27   | Noticed Hiymywel the pandemonium lord
325105 | Zig:27   | Killed Niycoula the pandemonium lord
325105 | Zig:27   | Killed Ahu Dad the pandemonium lord
325105 | Zig:27   | Killed Lupus the pandemonium lord
325105 | Zig:27   | Killed Erus the pandemonium lord
325105 | Zig:27   | Killed Eronisot the pandemonium lord
325105 | Zig:27   | Killed Irruwk the pandemonium lord
325106 | Zig:27   | Noticed Xaxixt the pandemonium lord
325106 | Zig:27   | Noticed Woggudob the pandemonium lord
325106 | Zig:27   | Killed Zusuherph the pandemonium lord
325106 | Zig:27   | Killed Nyata the pandemonium lord
325106 | Zig:27   | Killed Jucro Bubith the pandemonium lord
325106 | Zig:27   | Killed Virowot the pandemonium lord
325106 | Zig:27   | Killed Jaejots the pandemonium lord
325107 | Zig:27   | Noticed Tomi the pandemonium lord
325107 | Zig:27   | Noticed Siucrijon the pandemonium lord
325107 | Zig:27   | Noticed Qibrer the pandemonium lord
325108 | Zig:27   | Noticed Aczip the pandemonium lord
325109 | Zig:27   | Killed Vaset the pandemonium lord
325109 | Zig:27   | Killed Jiruta the pandemonium lord
325109 | Zig:27   | Killed Dukurph the pandemonium lord
325109 | Zig:27   | Killed Jerow the pandemonium lord
325109 | Zig:27   | Killed Zeti the pandemonium lord
325109 | Zig:27   | Killed Fubronoed the pandemonium lord
325109 | Zig:27   | Killed Siucrijon the pandemonium lord
325109 | Zig:27   | Killed Oduf Icw the pandemonium lord
325110 | Zig:27   | Noticed Jareduw the pandemonium lord
325110 | Zig:27   | Killed Aczip the pandemonium lord
325110 | Zig:27   | Killed Xutiylio the pandemonium lord
325110 | Zig:27   | Killed Xopnaed the pandemonium lord
325110 | Zig:27   | Killed Dyfiurics the pandemonium lord
325114 | Zig:27   | Noticed Tuhon the pandemonium lord
325115 | Zig:27   | Noticed Ehec the pandemonium lord
325115 | Zig:27   | Killed Hiymywel the pandemonium lord
325116 | Zig:27   | Killed Qibrer the pandemonium lord
325116 | Zig:27   | Killed Ehiaqin the pandemonium lord
325116 | Zig:27   | Killed Ehec the pandemonium lord
325117 | Zig:27   | Noticed Agisyox the pandemonium lord
325117 | Zig:27   | Killed Teshrout the pandemonium lord
325117 | Zig:27   | Killed Iptyosmiu the pandemonium lord
325119 | Zig:27   | Noticed Vuvy the pandemonium lord
325119 | Zig:27   | Noticed Tiffi the pandemonium lord
325122 | Zig:27   | Noticed Saptal the pandemonium lord
325122 | Zig:27   | Killed Luliliq the pandemonium lord
325122 | Zig:27   | Killed Tomi the pandemonium lord
325122 | Zig:27   | Killed Mekk the pandemonium lord
325122 | Zig:27   | Killed Ketuog Zuo the pandemonium lord
325123 | Zig:27   | Noticed Kipamynu the pandemonium lord
325123 | Zig:27   | Killed Cihiappy the pandemonium lord
325123 | Zig:27   | Killed Atonn the pandemonium lord
325123 | Zig:27   | Killed Luggussu the pandemonium lord
325123 | Zig:27   | Killed Jareduw the pandemonium lord
325124 | Zig:27   | Noticed Ximnoet the pandemonium lord
325124 | Zig:27   | Killed Vuvy the pandemonium lord
325126 | Zig:27   | Killed Agisyox the pandemonium lord
325126 | Zig:27   | Killed Tiffi the pandemonium lord
325126 | Zig:27   | Killed Siofris the pandemonium lord
325127 | Zig:27   | Noticed Meuxusk the pandemonium lord
325127 | Zig:27   | Noticed Gixeh the pandemonium lord
325127 | Zig:27   | Killed Woggudob the pandemonium lord
325127 | Zig:27   | Killed Tuhon the pandemonium lord
325127 | Zig:27   | Killed Nash the pandemonium lord
325128 | Zig:27   | Noticed Vufyzaol the pandemonium lord
325128 | Zig:27   | Killed Inuppuing the pandemonium lord
325128 | Zig:27   | Killed Xaxixt the pandemonium lord
325130 | Zig:27   | Noticed Pielommo the pandemonium lord
325130 | Zig:27   | Noticed Bimmesm the pandemonium lord
325131 | Zig:27   | Noticed Vuyf the pandemonium lord
325132 | Zig:27   | Killed Saptal the pandemonium lord
325133 | Zig:27   | Noticed Yklor the pandemonium lord
325133 | Zig:27   | Killed Gufri the pandemonium lord
325133 | Zig:27   | Killed Ximnoet the pandemonium lord
325133 | Zig:27   | Killed Meuxusk the pandemonium lord
325133 | Zig:27   | Killed Inogob the pandemonium lord
325134 | Zig:27   | Noticed Ziolotte the pandemonium lord
325135 | Zig:27   | Killed Gixeh the pandemonium lord
325135 | Zig:27   | Killed Cehiw the pandemonium lord
325135 | Zig:27   | Killed Vurram the pandemonium lord
325135 | Zig:27   | Killed Achehit the pandemonium lord
325136 | Zig:27   | Noticed Wuovolafe the pandemonium lord
325136 | Zig:27   | Killed Aleim the pandemonium lord
325136 | Zig:27   | Killed Vufyzaol the pandemonium lord
325137 | Zig:27   | Noticed Meezot the pandemonium lord
325138 | Zig:27   | Noticed Ysorph the pandemonium lord
325138 | Zig:27   | Noticed Ecosiv the pandemonium lord
325139 | Zig:27   | Noticed Kusub the pandemonium lord
325140 | Zig:27   | Noticed Usuxun the pandemonium lord
325140 | Zig:27   | Noticed Ruurair the pandemonium lord
325148 | Zig:27   | Killed Tinwan the pandemonium lord
325150 | Zig:27   | Noticed Heihuedgh the pandemonium lord
325150 | Zig:27   | Killed Vuyf the pandemonium lord
325150 | Zig:27   | Killed Kipamynu the pandemonium lord
325151 | Zig:27   | Killed Pielommo the pandemonium lord
325151 | Zig:27   | Killed Bimmesm the pandemonium lord
325151 | Zig:27   | Killed Yxetos the pandemonium lord
325152 | Zig:27   | Killed Ziolotte the pandemonium lord
325152 | Zig:27   | Killed Yklor the pandemonium lord
325153 | Zig:27   | Killed Ruurair the pandemonium lord
325153 | Zig:27   | Killed Wuovolafe the pandemonium lord
325153 | Zig:27   | Killed Ecog the pandemonium lord
325153 | Zig:27   | Killed Usuxun the pandemonium lord
325153 | Zig:27   | Killed Ecosiv the pandemonium lord
325153 | Zig:27   | Killed Meezot the pandemonium lord
325155 | Zig:27   | Noticed Wuckop the pandemonium lord
325155 | Zig:27   | Noticed Laeclos the pandemonium lord
325156 | Zig:27   | Noticed Netiuvot the pandemonium lord
325156 | Zig:27   | Killed Saoroc the pandemonium lord
325156 | Zig:27   | Killed Laeclos the pandemonium lord
325156 | Zig:27   | Killed Ysorph the pandemonium lord
325156 | Zig:27   | Killed Pekhliuh the pandemonium lord
325156 | Zig:27   | Killed Vipte the pandemonium lord
325157 | Zig:27   | Noticed Godun the pandemonium lord
325158 | Zig:27   | Noticed Wesseshro the pandemonium lord
325159 | Zig:27   | Noticed Ranama the pandemonium lord
325160 | Zig:27   | Killed Heihuedgh the pandemonium lord
325161 | Zig:27   | Killed Yjoecar the pandemonium lord
325161 | Zig:27   | Killed Kusub the pandemonium lord
325161 | Zig:27   | Killed Wuckop the pandemonium lord
325161 | Zig:27   | Killed Wesseshro the pandemonium lord
325165 | Zig:27   | Killed Godun the pandemonium lord
325170 | Zig:27   | Killed Bouwito the pandemonium lord
325170 | Zig:27   | Killed Netiuvot the pandemonium lord
325171 | Zig:27   | Killed Ranama the pandemonium lord
325178 | Zig:27   | Killed Guhijaeg the pandemonium lord
325180 | Zig:27   | Noticed Pacukacs the pandemonium lord
325182 | Zig:27   | Killed Pacukacs the pandemonium lord
325185 | Zig:27   | Killed Jeinuoc the pandemonium lord
325305 | Zig:27   | Got a scintillating copper amulet
325306 | Zig:27   | Identified the amulet of Codass {Reflect rN+ SH+6} (You found it on level 27 of a ziggurat)
325309 | Zig:27   | Identified the +0 cloak of the Ban {+Inv rElec Dex-3 Slay+6} (You found it on level 27 of a ziggurat)
325334 | Zig:27   | Identified the Reference Book on Ashen Flight
325336 | Zig:27   | Got an ancient lapis lazuli ring
325338 | Zig:27   | Identified the ring of Gyngalysu {rF++ MP+9 Dex-5} (You found it on level 27 of a ziggurat)
325461 | Depths:2 | Identified the +0 pair of boots of the Shining Light {SInv} (You acquired it on level 2 of the Depths)
325469 | Depths:2 | Identified the +2 pair of boots "Huucih" {+Inv rElec rF- Str-2} (You acquired it on level 2 of the Depths)
325470 | Depths:2 | Identified the +1 pair of boots "Win Uclaazipt" {+Inv} (You acquired it on level 2 of the Depths)
325471 | Depths:2 | Identified the +2 hat of Yredelemnul's Delight {rPois Str+6} (You acquired it on level 2 of the Depths)
325472 | Depths:2 | Identified the -1 pair of boots of Fatwesev {rPois rC- rCorr Str-4} (You acquired it on level 2 of the Depths)
325473 | Depths:2 | Identified the +0 hat "Byuf" {rC+} (You acquired it on level 2 of the Depths)
325474 | Depths:2 | Identified the +1 cloak of the Earth {rC+ Regen+ Dex-2} (You acquired it on level 2 of the Depths)
325475 | Depths:2 | Identified the +2 pair of gloves of a labyrinth {rF+ rN+ MR+ MP+9} (You acquired it on level 2 of the Depths)
325653 | Zig:1    | Entered Level 1 of a ziggurat
325689 | Zig:2    | Entered Level 2 of a ziggurat
325748 | Zig:3    | Entered Level 3 of a ziggurat
325811 | Zig:4    | Entered Level 4 of a ziggurat
325876 | Zig:4    | Identified the +6 large shield of Isihoejo {rF+ rCorr Int+3} (You took it off a daeva on level 4 of a ziggurat)
325881 | Zig:4    | Identified the +6 large shield of Beauty {rF- rC- Str+8} (You took it off a daeva on level 4 of a ziggurat)
325889 | Zig:5    | Entered Level 5 of a ziggurat
325889 | Zig:5    | Noticed a juggernaut
325889 | Zig:5    | Noticed a juggernaut
325889 | Zig:5    | Noticed a juggernaut
325892 | Zig:5    | Noticed a juggernaut
325897 | Zig:5    | Noticed a juggernaut
325897 | Zig:5    | Killed a juggernaut
325897 | Zig:5    | Killed a juggernaut
325898 | Zig:5    | Noticed a juggernaut
325899 | Zig:5    | Noticed a juggernaut
325903 | Zig:5    | Killed a juggernaut
325903 | Zig:5    | Killed a juggernaut
325903 | Zig:5    | Killed a juggernaut
325903 | Zig:5    | Killed a juggernaut
325904 | Zig:5    | Killed a juggernaut
325987 | Zig:5    | Got a crude golden ring
325989 | Zig:5    | Identified the ring of Laxesoathu {Wiz Str-3 Int+8 Slay+6} (You found it on level 5 of a ziggurat)
325995 | Zig:5    | Got a heavily runed granite ring
325997 | Zig:5    | Identified the ring of Seengo {rCorr Str+5} (You found it on level 5 of a ziggurat)
326016 | Zig:6    | Entered Level 6 of a ziggurat
326030 | Zig:6    | Identified Apreur's Catalogue of Protection and Cold
326131 | Zig:7    | Entered Level 7 of a ziggurat
326187 | Zig:7    | Identified the Compendium of Creative Snow
326189 | Zig:7    | Identified the cursed -4 large shield of Wofuewk {rF+ MR+ Int+3} (You found it on level 7 of a ziggurat)
326212 | Zig:8    | Entered Level 8 of a ziggurat
326252 | Zig:8    | Got a translucent glass ring
326254 | Zig:8    | Identified the ring "Vicupt" {rCorr *Drain rF+ rN+ SInv} (You found it on level 8 of a ziggurat)
326287 | Zig:9    | Entered Level 9 of a ziggurat
326486 | Zig:10   | Entered Level 10 of a ziggurat
326548 | Zig:10   | Got a bound amber ring
326550 | Zig:10   | Identified the ring "Qucvocw" {Wiz rElec MR+ Dex+2} (You found it on level 10 of a ziggurat)
326607 | Zig:11   | Entered Level 11 of a ziggurat
326632 | Zig:11   | Noticed Odopru the pandemonium lord
326640 | Zig:11   | Killed Odopru the pandemonium lord
326816 | Zig:12   | Entered Level 12 of a ziggurat
326984 | Zig:12   | Got a crude iron ring
326986 | Zig:12   | Identified the ring "Cynaqiep" {+Inv rN+ MR+ Int-2} (You found it on level 12 of a ziggurat)
327073 | Zig:13   | Entered Level 13 of a ziggurat
327122 | Zig:13   | Identified the +2 pair of gloves of the Shining Light {rN+ MR- MP+9} (You found it on level 13 of a ziggurat)
327337 | Zig:14   | Entered Level 14 of a ziggurat
327337 | Zig:14   | Noticed a juggernaut
327337 | Zig:14   | Noticed a juggernaut
327337 | Zig:14   | Noticed a juggernaut
327337 | Zig:14   | Noticed a juggernaut
327337 | Zig:14   | Noticed a juggernaut
327337 | Zig:14   | Noticed a juggernaut
327337 | Zig:14   | Noticed a juggernaut
327337 | Zig:14   | Noticed a juggernaut
327337 | Zig:14   | Noticed a juggernaut
327337 | Zig:14   | Noticed a juggernaut
327337 | Zig:14   | Noticed a juggernaut
327337 | Zig:14   | Noticed a juggernaut
327337 | Zig:14   | Noticed a juggernaut
327340 | Zig:14   | Noticed a juggernaut
327340 | Zig:14   | Noticed a juggernaut
327341 | Zig:14   | Killed a juggernaut
327341 | Zig:14   | Killed a juggernaut
327341 | Zig:14   | Killed a juggernaut
327341 | Zig:14   | Killed a juggernaut
327341 | Zig:14   | Killed a juggernaut
327341 | Zig:14   | Killed a juggernaut
327341 | Zig:14   | Killed a juggernaut
327341 | Zig:14   | Killed a juggernaut
327341 | Zig:14   | Killed a juggernaut
327341 | Zig:14   | Killed a juggernaut
327341 | Zig:14   | Killed a juggernaut
327341 | Zig:14   | Killed a juggernaut
327341 | Zig:14   | Killed a juggernaut
327341 | Zig:14   | Killed a juggernaut
327342 | Zig:14   | Noticed a juggernaut
327342 | Zig:14   | Noticed a juggernaut
327342 | Zig:14   | Noticed a juggernaut
327342 | Zig:14   | Noticed a juggernaut
327342 | Zig:14   | Noticed a juggernaut
327342 | Zig:14   | Noticed a juggernaut
327342 | Zig:14   | Noticed a juggernaut
327342 | Zig:14   | Noticed a juggernaut
327342 | Zig:14   | Noticed a juggernaut
327343 | Zig:14   | Noticed a juggernaut
327343 | Zig:14   | Noticed a juggernaut
327343 | Zig:14   | Noticed a juggernaut
327344 | Zig:14   | Noticed a juggernaut
327344 | Zig:14   | Noticed a juggernaut
327346 | Zig:14   | Noticed a juggernaut
327346 | Zig:14   | Noticed a juggernaut
327347 | Zig:14   | Noticed a juggernaut
327349 | Zig:14   | Noticed a juggernaut
327350 | Zig:14   | Killed a juggernaut
327350 | Zig:14   | Killed a juggernaut
327350 | Zig:14   | Killed a juggernaut
327350 | Zig:14   | Killed a juggernaut
327350 | Zig:14   | Killed a juggernaut
327350 | Zig:14   | Killed a juggernaut
327350 | Zig:14   | Killed a juggernaut
327350 | Zig:14   | Killed a juggernaut
327350 | Zig:14   | Killed a juggernaut
327350 | Zig:14   | Killed a juggernaut
327350 | Zig:14   | Killed a juggernaut
327350 | Zig:14   | Killed a juggernaut
327350 | Zig:14   | Killed a juggernaut
327350 | Zig:14   | Killed a juggernaut
327350 | Zig:14   | Killed a juggernaut
327350 | Zig:14   | Killed a juggernaut
327351 | Zig:14   | Noticed a juggernaut
327351 | Zig:14   | Noticed a juggernaut
327351 | Zig:14   | Noticed a juggernaut
327352 | Zig:14   | Noticed a juggernaut
327354 | Zig:14   | Noticed a juggernaut
327354 | Zig:14   | Noticed a juggernaut
327355 | Zig:14   | Noticed a juggernaut
327356 | Zig:14   | Noticed a juggernaut
327356 | Zig:14   | Noticed a juggernaut
327358 | Zig:14   | Noticed a juggernaut
327359 | Zig:14   | Killed a juggernaut
327360 | Zig:14   | Killed a juggernaut
327360 | Zig:14   | Killed a juggernaut
327360 | Zig:14   | Killed a juggernaut
327360 | Zig:14   | Killed a juggernaut
327360 | Zig:14   | Killed a juggernaut
327360 | Zig:14   | Killed a juggernaut
327360 | Zig:14   | Killed a juggernaut
327360 | Zig:14   | Killed a juggernaut
327360 | Zig:14   | Killed a juggernaut
327360 | Zig:14   | Killed a juggernaut
327360 | Zig:14   | Killed a juggernaut
327360 | Zig:14   | Killed a juggernaut
327361 | Zig:14   | Noticed a juggernaut
327361 | Zig:14   | Noticed a juggernaut
327361 | Zig:14   | Noticed a juggernaut
327362 | Zig:14   | Noticed a juggernaut
327362 | Zig:14   | Noticed a juggernaut
327362 | Zig:14   | Noticed a juggernaut
327363 | Zig:14   | Noticed a juggernaut
327363 | Zig:14   | Noticed a juggernaut
327364 | Zig:14   | Noticed a juggernaut
327367 | Zig:14   | Killed a juggernaut
327367 | Zig:14   | Killed a juggernaut
327367 | Zig:14   | Killed a juggernaut
327367 | Zig:14   | Killed a juggernaut
327367 | Zig:14   | Killed a juggernaut
327367 | Zig:14   | Killed a juggernaut
327367 | Zig:14   | Killed a juggernaut
327367 | Zig:14   | Killed a juggernaut
327367 | Zig:14   | Killed a juggernaut
327368 | Zig:14   | Noticed a juggernaut
327368 | Zig:14   | Noticed a juggernaut
327368 | Zig:14   | Noticed a juggernaut
327373 | Zig:14   | Noticed a juggernaut
327374 | Zig:14   | Noticed a juggernaut
327376 | Zig:14   | Killed a juggernaut
327376 | Zig:14   | Killed a juggernaut
327376 | Zig:14   | Killed a juggernaut
327376 | Zig:14   | Killed a juggernaut
327381 | Zig:14   | Killed a juggernaut
327388 | Zig:14   | Noticed a juggernaut
327400 | Zig:14   | Killed a juggernaut
327420 | Zig:14   | Got a vibrating ivory amulet
327421 | Zig:14   | Identified the amulet "Onkeebe" {+Blink Regen+ Int+4} (You found it on level 14 of a ziggurat)
327429 | Zig:14   | Got a transparent bone amulet
327430 | Zig:14   | Identified the amulet "Paecy" {RegenMP rElec rC+ Dex+3} (You found it on level 14 of a ziggurat)
327453 | Zig:14   | Got a scorched granite ring
327454 | Zig:14   | Identified the ring of Nyjypsego {Fire Str+6} (You found it on level 14 of a ziggurat)
327611 | Zig:15   | Entered Level 15 of a ziggurat
327645 | Zig:15   | Got a translucent zirconium amulet
327646 | Zig:15   | Identified the amulet of Seudul {Inacc rElec rPois rC- Int+3} (You found it on level 15 of a ziggurat)
327750 | Zig:15   | Identified Sif Muna's Tome of Clay
327824 | Zig:16   | Entered Level 16 of a ziggurat
327824 | Zig:16   | Noticed an ancient lich
327824 | Zig:16   | Noticed an ancient lich
327824 | Zig:16   | Noticed an ancient lich
327824 | Zig:16   | Noticed an ancient lich
327824 | Zig:16   | Noticed an ancient lich
327824 | Zig:16   | Noticed an ancient lich
327824 | Zig:16   | Noticed an ancient lich
327824 | Zig:16   | Noticed an ancient lich
327826 | Zig:16   | Noticed an ancient lich
327826 | Zig:16   | Noticed an ancient lich
327826 | Zig:16   | Killed an ancient lich
327826 | Zig:16   | Killed an ancient lich
327826 | Zig:16   | Killed an ancient lich
327826 | Zig:16   | Killed an ancient lich
327827 | Zig:16   | Noticed an ancient lich
327827 | Zig:16   | Noticed an ancient lich
327828 | Zig:16   | Noticed an ancient lich
327828 | Zig:16   | Killed an ancient lich
327828 | Zig:16   | Killed an ancient lich
327828 | Zig:16   | Killed an ancient lich
327828 | Zig:16   | Killed an ancient lich
327828 | Zig:16   | Killed an ancient lich
327828 | Zig:16   | Killed an ancient lich
327829 | Zig:16   | Noticed an ancient lich
327829 | Zig:16   | Killed an ancient lich
327829 | Zig:16   | Killed an ancient lich
327829 | Zig:16   | Killed an ancient lich
327830 | Zig:16   | Noticed an ancient lich
327830 | Zig:16   | Noticed an ancient lich
327830 | Zig:16   | Noticed an ancient lich
327831 | Zig:16   | Noticed an ancient lich
327831 | Zig:16   | Noticed an ancient lich
327831 | Zig:16   | Noticed an ancient lich
327832 | Zig:16   | Noticed an ancient lich
327833 | Zig:16   | Noticed an ancient lich
327833 | Zig:16   | Noticed an ancient lich
327833 | Zig:16   | Noticed an ancient lich
327833 | Zig:16   | Killed an ancient lich
327833 | Zig:16   | Killed an ancient lich
327833 | Zig:16   | Killed an ancient lich
327833 | Zig:16   | Killed an ancient lich
327834 | Zig:16   | Noticed an ancient lich
327834 | Zig:16   | Noticed an ancient lich
327835 | Zig:16   | Noticed an ancient lich
327835 | Zig:16   | Noticed an ancient lich
327835 | Zig:16   | Noticed an ancient lich
327835 | Zig:16   | Noticed an ancient lich
327836 | Zig:16   | Noticed an ancient lich
327836 | Zig:16   | Killed an ancient lich
327837 | Zig:16   | Noticed an ancient lich
327837 | Zig:16   | Killed an ancient lich
327837 | Zig:16   | Killed an ancient lich
327837 | Zig:16   | Killed an ancient lich
327837 | Zig:16   | Killed an ancient lich
327837 | Zig:16   | Killed an ancient lich
327837 | Zig:16   | Killed an ancient lich
327837 | Zig:16   | Killed an ancient lich
327837 | Zig:16   | Killed an ancient lich
327837 | Zig:16   | Killed an ancient lich
327837 | Zig:16   | Killed an ancient lich
327837 | Zig:16   | Killed an ancient lich
327838 | Zig:16   | Noticed an ancient lich
327838 | Zig:16   | Noticed an ancient lich
327838 | Zig:16   | Noticed an ancient lich
327838 | Zig:16   | Killed an ancient lich
327838 | Zig:16   | Killed an ancient lich
327839 | Zig:16   | Noticed an ancient lich
327839 | Zig:16   | Noticed an ancient lich
327839 | Zig:16   | Noticed an ancient lich
327839 | Zig:16   | Noticed an ancient lich
327839 | Zig:16   | Noticed an ancient lich
327840 | Zig:16   | Noticed an ancient lich
327840 | Zig:16   | Noticed an ancient lich
327840 | Zig:16   | Noticed an ancient lich
327841 | Zig:16   | Noticed an ancient lich
327841 | Zig:16   | Noticed an ancient lich
327841 | Zig:16   | Killed an ancient lich
327842 | Zig:16   | Noticed an ancient lich
327842 | Zig:16   | Noticed an ancient lich
327842 | Zig:16   | Noticed an ancient lich
327843 | Zig:16   | Killed an ancient lich
327843 | Zig:16   | Killed an ancient lich
327843 | Zig:16   | Killed an ancient lich
327843 | Zig:16   | Killed an ancient lich
327843 | Zig:16   | Killed an ancient lich
327843 | Zig:16   | Killed an ancient lich
327843 | Zig:16   | Killed an ancient lich
327843 | Zig:16   | Killed an ancient lich
327843 | Zig:16   | Killed an ancient lich
327843 | Zig:16   | Killed an ancient lich
327843 | Zig:16   | Killed an ancient lich
327843 | Zig:16   | Killed an ancient lich
327843 | Zig:16   | Killed an ancient lich
327843 | Zig:16   | Killed an ancient lich
327844 | Zig:16   | Noticed an ancient lich
327844 | Zig:16   | Noticed an ancient lich
327845 | Zig:16   | Killed an ancient lich
327845 | Zig:16   | Killed an ancient lich
327845 | Zig:16   | Killed an ancient lich
327846 | Zig:16   | Noticed an ancient lich
327848 | Zig:16   | Noticed an ancient lich
327848 | Zig:16   | Killed an ancient lich
327850 | Zig:16   | Killed an ancient lich
327851 | Zig:16   | Noticed an ancient lich
327851 | Zig:16   | Noticed an ancient lich
327851 | Zig:16   | Noticed an ancient lich
327851 | Zig:16   | Noticed an ancient lich
327852 | Zig:16   | Noticed an ancient lich
327852 | Zig:16   | Noticed an ancient lich
327852 | Zig:16   | Noticed an ancient lich
327852 | Zig:16   | Noticed an ancient lich
327853 | Zig:16   | Noticed an ancient lich
327853 | Zig:16   | Noticed an ancient lich
327853 | Zig:16   | Noticed an ancient lich
327855 | Zig:16   | Killed an ancient lich
327855 | Zig:16   | Killed an ancient lich
327855 | Zig:16   | Killed an ancient lich
327855 | Zig:16   | Killed an ancient lich
327855 | Zig:16   | Killed an ancient lich
327855 | Zig:16   | Killed an ancient lich
327857 | Zig:16   | Killed an ancient lich
327857 | Zig:16   | Killed an ancient lich
327857 | Zig:16   | Killed an ancient lich
327857 | Zig:16   | Killed an ancient lich
327860 | Zig:16   | Noticed an ancient lich
327860 | Zig:16   | Killed an ancient lich
327861 | Zig:16   | Noticed an ancient lich
327861 | Zig:16   | Killed an ancient lich
327862 | Zig:16   | Noticed an ancient lich
327863 | Zig:16   | Killed an ancient lich
327863 | Zig:16   | Killed an ancient lich
327868 | Zig:16   | Killed an ancient lich
327947 | Zig:16   | Got a glittering marble ring
327948 | Zig:16   | Identified the ring of Ziatett {Str+5 Int+4 Stlth-} (You found it on level 16 of a ziggurat)
328101 | Zig:17   | Entered Level 17 of a ziggurat
328387 | Zig:17   | Got a translucent lead ring
328389 | Zig:17   | Identified the ring "Ygeazxue" {rF+ rC++ Str-2 SInv} (You found it on level 17 of a ziggurat)
328496 | Zig:18   | Entered Level 18 of a ziggurat
328643 | Zig:18   | Got a smoking diamond amulet
328644 | Zig:18   | Identified the amulet "Qaiqo" {Faith Fragile rElec Int+5} (You found it on level 18 of a ziggurat)
328650 | Zig:18   | Got a smoking glass ring
328651 | Zig:18   | Identified the ring of Taivo {+Fly rElec MR+ Int+3 Slay+3} (You found it on level 18 of a ziggurat)
328660 | Zig:18   | Identified Gewown's Collected Works on Gliding Moulding
328662 | Zig:18   | Got a flickering wooden ring
328663 | Zig:18   | Identified the ring "Tef Ruc" {MR+ Str+2} (You found it on level 18 of a ziggurat)
328673 | Zig:18   | Got a pitted wooden ring
328674 | Zig:18   | Identified the ring "Uxuv" {Wiz Int+2} (You found it on level 18 of a ziggurat)
328859 | Zig:19   | Entered Level 19 of a ziggurat
328859 | Zig:19   | Noticed an ancient lich
328859 | Zig:19   | Noticed an ancient lich
328859 | Zig:19   | Noticed an ancient lich
328859 | Zig:19   | Noticed an ancient lich
328859 | Zig:19   | Noticed an ancient lich
328859 | Zig:19   | Noticed an ancient lich
328859 | Zig:19   | Noticed an ancient lich
328859 | Zig:19   | Noticed an ancient lich
328859 | Zig:19   | Noticed an ancient lich
328859 | Zig:19   | Noticed an ancient lich
328859 | Zig:19   | Noticed an ancient lich
328859 | Zig:19   | Noticed an ancient lich
328859 | Zig:19   | Noticed an ancient lich
328859 | Zig:19   | Noticed an ancient lich
328859 | Zig:19   | Noticed an ancient lich
328860 | Zig:19   | Killed an ancient lich
328860 | Zig:19   | Killed an ancient lich
328860 | Zig:19   | Killed an ancient lich
328860 | Zig:19   | Killed an ancient lich
328860 | Zig:19   | Killed an ancient lich
328860 | Zig:19   | Killed an ancient lich
328860 | Zig:19   | Killed an ancient lich
328860 | Zig:19   | Killed an ancient lich
328861 | Zig:19   | Noticed an ancient lich
328862 | Zig:19   | Killed an ancient lich
328863 | Zig:19   | Noticed an ancient lich
328863 | Zig:19   | Noticed an ancient lich
328863 | Zig:19   | Noticed an ancient lich
328864 | Zig:19   | Noticed an ancient lich
328864 | Zig:19   | Killed an ancient lich
328864 | Zig:19   | Killed an ancient lich
328865 | Zig:19   | Noticed an ancient lich
328865 | Zig:19   | Killed an ancient lich
328866 | Zig:19   | Noticed an ancient lich
328866 | Zig:19   | Noticed an ancient lich
328866 | Zig:19   | Noticed an ancient lich
328866 | Zig:19   | Killed an ancient lich
328866 | Zig:19   | Killed an ancient lich
328867 | Zig:19   | Noticed an ancient lich
328867 | Zig:19   | Noticed an ancient lich
328867 | Zig:19   | Noticed an ancient lich
328867 | Zig:19   | Noticed an ancient lich
328867 | Zig:19   | Killed an ancient lich
328868 | Zig:19   | Noticed an ancient lich
328868 | Zig:19   | Noticed an ancient lich
328868 | Zig:19   | Noticed an ancient lich
328869 | Zig:19   | Killed an ancient lich
328869 | Zig:19   | Killed an ancient lich
328869 | Zig:19   | Killed an ancient lich
328869 | Zig:19   | Killed an ancient lich
328869 | Zig:19   | Killed an ancient lich
328869 | Zig:19   | Killed an ancient lich
328869 | Zig:19   | Killed an ancient lich
328870 | Zig:19   | Noticed an ancient lich
328870 | Zig:19   | Noticed an ancient lich
328870 | Zig:19   | Noticed an ancient lich
328872 | Zig:19   | Noticed an ancient lich
328872 | Zig:19   | Noticed an ancient lich
328872 | Zig:19   | Killed an ancient lich
328872 | Zig:19   | Killed an ancient lich
328873 | Zig:19   | Noticed an ancient lich
328873 | Zig:19   | Noticed an ancient lich
328873 | Zig:19   | Noticed an ancient lich
328873 | Zig:19   | Noticed an ancient lich
328873 | Zig:19   | Killed an ancient lich
328873 | Zig:19   | Killed an ancient lich
328874 | Zig:19   | Noticed an ancient lich
328874 | Zig:19   | Noticed an ancient lich
328874 | Zig:19   | Noticed an ancient lich
328874 | Zig:19   | Noticed an ancient lich
328874 | Zig:19   | Killed an ancient lich
328875 | Zig:19   | Noticed an ancient lich
328875 | Zig:19   | Killed an ancient lich
328875 | Zig:19   | Killed an ancient lich
328875 | Zig:19   | Killed an ancient lich
328876 | Zig:19   | Noticed an ancient lich
328876 | Zig:19   | Noticed an ancient lich
328876 | Zig:19   | Noticed an ancient lich
328876 | Zig:19   | Noticed an ancient lich
328876 | Zig:19   | Noticed an ancient lich
328876 | Zig:19   | Killed an ancient lich
328876 | Zig:19   | Killed an ancient lich
328876 | Zig:19   | Killed an ancient lich
328877 | Zig:19   | Noticed an ancient lich
328877 | Zig:19   | Noticed an ancient lich
328877 | Zig:19   | Noticed an ancient lich
328877 | Zig:19   | Noticed an ancient lich
328879 | Zig:19   | Noticed an ancient lich
328880 | Zig:19   | Noticed an ancient lich
328880 | Zig:19   | Noticed an ancient lich
328882 | Zig:19   | Noticed an ancient lich
328882 | Zig:19   | Noticed an ancient lich
328883 | Zig:19   | Noticed an ancient lich
328884 | Zig:19   | Noticed an ancient lich
328885 | Zig:19   | Killed an ancient lich
328885 | Zig:19   | Killed an ancient lich
328886 | Zig:19   | Noticed an ancient lich
328886 | Zig:19   | Noticed an ancient lich
328886 | Zig:19   | Killed an ancient lich
328886 | Zig:19   | Killed an ancient lich
328886 | Zig:19   | Killed an ancient lich
328886 | Zig:19   | Killed an ancient lich
328886 | Zig:19   | Killed an ancient lich
328888 | Zig:19   | Noticed an ancient lich
328888 | Zig:19   | Noticed an ancient lich
328888 | Zig:19   | Noticed an ancient lich
328888 | Zig:19   | Killed an ancient lich
328888 | Zig:19   | Killed an ancient lich
328888 | Zig:19   | Killed an ancient lich
328888 | Zig:19   | Killed an ancient lich
328888 | Zig:19   | Killed an ancient lich
328888 | Zig:19   | Killed an ancient lich
328889 | Zig:19   | Noticed an ancient lich
328890 | Zig:19   | Noticed an ancient lich
328890 | Zig:19   | Killed an ancient lich
328890 | Zig:19   | Killed an ancient lich
328890 | Zig:19   | Killed an ancient lich
328890 | Zig:19   | Killed an ancient lich
328890 | Zig:19   | Killed an ancient lich
328891 | Zig:19   | Noticed an ancient lich
328891 | Zig:19   | Noticed an ancient lich
328891 | Zig:19   | Noticed an ancient lich
328891 | Zig:19   | Noticed an ancient lich
328892 | Zig:19   | Noticed an ancient lich
328892 | Zig:19   | Noticed an ancient lich
328893 | Zig:19   | Noticed an ancient lich
328893 | Zig:19   | Noticed an ancient lich
328894 | Zig:19   | Noticed an ancient lich
328894 | Zig:19   | Killed an ancient lich
328894 | Zig:19   | Killed an ancient lich
328894 | Zig:19   | Killed an ancient lich
328894 | Zig:19   | Killed an ancient lich
328894 | Zig:19   | Killed an ancient lich
328894 | Zig:19   | Killed an ancient lich
328894 | Zig:19   | Killed an ancient lich
328894 | Zig:19   | Killed an ancient lich
328894 | Zig:19   | Killed an ancient lich
328894 | Zig:19   | Killed an ancient lich
328894 | Zig:19   | Killed an ancient lich
328894 | Zig:19   | Killed an ancient lich
328894 | Zig:19   | Killed an ancient lich
328894 | Zig:19   | Killed an ancient lich
328894 | Zig:19   | Killed an ancient lich
328896 | Zig:19   | Killed an ancient lich
328896 | Zig:19   | Killed an ancient lich
328896 | Zig:19   | Killed an ancient lich
328897 | Zig:19   | Noticed an ancient lich
328897 | Zig:19   | Noticed an ancient lich
328897 | Zig:19   | Killed an ancient lich
328898 | Zig:19   | Killed an ancient lich
328898 | Zig:19   | Killed an ancient lich
328898 | Zig:19   | Killed an ancient lich
328898 | Zig:19   | Killed an ancient lich
328898 | Zig:19   | Killed an ancient lich
328898 | Zig:19   | Killed an ancient lich
328898 | Zig:19   | Killed an ancient lich
328900 | Zig:19   | Noticed an ancient lich
328900 | Zig:19   | Noticed an ancient lich
328900 | Zig:19   | Noticed an ancient lich
328900 | Zig:19   | Killed an ancient lich
328901 | Zig:19   | Noticed an ancient lich
328902 | Zig:19   | Noticed an ancient lich
328907 | Zig:19   | Killed an ancient lich
328908 | Zig:19   | Killed an ancient lich
328912 | Zig:19   | Killed an ancient lich
328912 | Zig:19   | Killed an ancient lich
328918 | Zig:19   | Killed an ancient lich
329140 | Zig:19   | Got a translucent lead ring
329141 | Zig:19   | Identified the ring "Hopakis" {-Tele rN+ MR+ Str+6} (You found it on level 19 of a ziggurat)
329147 | Zig:19   | Identified the Incunabulum of Stolen Souls
329150 | Zig:19   | Got a shimmering tin amulet
329151 | Zig:19   | Identified the amulet of False Pretenses {Harm *Drain Str+4} (You found it on level 19 of a ziggurat)
329159 | Zig:19   | Got a bound golden ring
329160 | Zig:19   | Identified the ring "Hedutuacw" {Wiz rN++ Str+2 Int+4} (You found it on level 19 of a ziggurat)
329218 | Zig:19   | Identified the +0 pair of gloves of Starshine {*Contam rPois rF+++ rCorr} (You found it on level 19 of a ziggurat)
329254 | Zig:20   | Entered Level 20 of a ziggurat
329254 | Zig:20   | Noticed a juggernaut
329254 | Zig:20   | Noticed a juggernaut
329254 | Zig:20   | Noticed a juggernaut
329254 | Zig:20   | Noticed a juggernaut
329254 | Zig:20   | Noticed a juggernaut
329254 | Zig:20   | Noticed a juggernaut
329254 | Zig:20   | Noticed a juggernaut
329254 | Zig:20   | Noticed a juggernaut
329254 | Zig:20   | Noticed a juggernaut
329254 | Zig:20   | Noticed a juggernaut
329254 | Zig:20   | Noticed a juggernaut
329254 | Zig:20   | Noticed a juggernaut
329254 | Zig:20   | Noticed a juggernaut
329256 | Zig:20   | Noticed a juggernaut
329257 | Zig:20   | Noticed a juggernaut
329259 | Zig:20   | Noticed a juggernaut
329259 | Zig:20   | Noticed a juggernaut
329262 | Zig:20   | Killed a juggernaut
329262 | Zig:20   | Killed a juggernaut
329262 | Zig:20   | Killed a juggernaut
329262 | Zig:20   | Killed a juggernaut
329262 | Zig:20   | Killed a juggernaut
329262 | Zig:20   | Killed a juggernaut
329262 | Zig:20   | Killed a juggernaut
329262 | Zig:20   | Killed a juggernaut
329262 | Zig:20   | Killed a juggernaut
329262 | Zig:20   | Killed a juggernaut
329262 | Zig:20   | Killed a juggernaut
329262 | Zig:20   | Killed a juggernaut
329262 | Zig:20   | Killed a juggernaut
329262 | Zig:20   | Killed a juggernaut
329262 | Zig:20   | Killed a juggernaut
329262 | Zig:20   | Killed a juggernaut
329262 | Zig:20   | Killed a juggernaut
329263 | Zig:20   | Noticed a juggernaut
329263 | Zig:20   | Noticed a juggernaut
329263 | Zig:20   | Noticed a juggernaut
329263 | Zig:20   | Noticed a juggernaut
329264 | Zig:20   | Noticed a juggernaut
329264 | Zig:20   | Noticed a juggernaut
329264 | Zig:20   | Noticed a juggernaut
329264 | Zig:20   | Noticed a juggernaut
329264 | Zig:20   | Noticed a juggernaut
329264 | Zig:20   | Noticed a juggernaut
329264 | Zig:20   | Noticed a juggernaut
329264 | Zig:20   | Noticed a juggernaut
329265 | Zig:20   | Noticed a juggernaut
329265 | Zig:20   | Noticed a juggernaut
329267 | Zig:20   | Noticed a juggernaut
329267 | Zig:20   | Noticed a juggernaut
329267 | Zig:20   | Noticed a juggernaut
329267 | Zig:20   | Noticed a juggernaut
329268 | Zig:20   | Noticed a juggernaut
329269 | Zig:20   | Noticed a juggernaut
329269 | Zig:20   | Noticed a juggernaut
329269 | Zig:20   | Noticed a juggernaut
329272 | Zig:20   | Killed a juggernaut
329272 | Zig:20   | Killed a juggernaut
329272 | Zig:20   | Killed a juggernaut
329272 | Zig:20   | Killed a juggernaut
329272 | Zig:20   | Killed a juggernaut
329272 | Zig:20   | Killed a juggernaut
329272 | Zig:20   | Killed a juggernaut
329272 | Zig:20   | Killed a juggernaut
329272 | Zig:20   | Killed a juggernaut
329272 | Zig:20   | Killed a juggernaut
329272 | Zig:20   | Killed a juggernaut
329272 | Zig:20   | Killed a juggernaut
329273 | Zig:20   | Noticed a juggernaut
329273 | Zig:20   | Noticed a juggernaut
329273 | Zig:20   | Noticed a juggernaut
329273 | Zig:20   | Noticed a juggernaut
329274 | Zig:20   | Killed a juggernaut
329275 | Zig:20   | Noticed a juggernaut
329275 | Zig:20   | Noticed a juggernaut
329276 | Zig:20   | Noticed a juggernaut
329276 | Zig:20   | Killed a juggernaut
329276 | Zig:20   | Killed a juggernaut
329276 | Zig:20   | Killed a juggernaut
329276 | Zig:20   | Killed a juggernaut
329276 | Zig:20   | Killed a juggernaut
329276 | Zig:20   | Killed a juggernaut
329276 | Zig:20   | Killed a juggernaut
329276 | Zig:20   | Killed a juggernaut
329276 | Zig:20   | Killed a juggernaut
329276 | Zig:20   | Killed a juggernaut
329277 | Zig:20   | Noticed a juggernaut
329277 | Zig:20   | Noticed a juggernaut
329278 | Zig:20   | Noticed a juggernaut
329278 | Zig:20   | Killed a juggernaut
329279 | Zig:20   | Noticed a juggernaut
329279 | Zig:20   | Noticed a juggernaut
329280 | Zig:20   | Noticed a juggernaut
329280 | Zig:20   | Noticed a juggernaut
329282 | Zig:20   | Noticed a juggernaut
329288 | Zig:20   | Noticed a juggernaut
329288 | Zig:20   | Killed a juggernaut
329288 | Zig:20   | Killed a juggernaut
329288 | Zig:20   | Killed a juggernaut
329288 | Zig:20   | Killed a juggernaut
329288 | Zig:20   | Killed a juggernaut
329288 | Zig:20   | Killed a juggernaut
329288 | Zig:20   | Killed a juggernaut
329289 | Zig:20   | Noticed a juggernaut
329290 | Zig:20   | Noticed a juggernaut
329290 | Zig:20   | Noticed a juggernaut
329293 | Zig:20   | Killed a juggernaut
329293 | Zig:20   | Killed a juggernaut
329293 | Zig:20   | Killed a juggernaut
329293 | Zig:20   | Killed a juggernaut
329293 | Zig:20   | Killed a juggernaut
329293 | Zig:20   | Killed a juggernaut
329293 | Zig:20   | Killed a juggernaut
329294 | Zig:20   | Noticed a juggernaut
329294 | Zig:20   | Noticed a juggernaut
329294 | Zig:20   | Noticed a juggernaut
329295 | Zig:20   | Noticed a juggernaut
329295 | Zig:20   | Noticed a juggernaut
329295 | Zig:20   | Noticed a juggernaut
329295 | Zig:20   | Noticed a juggernaut
329295 | Zig:20   | Noticed a juggernaut
329295 | Zig:20   | Noticed a juggernaut
329295 | Zig:20   | Noticed a juggernaut
329295 | Zig:20   | Noticed a juggernaut
329295 | Zig:20   | Noticed a juggernaut
329295 | Zig:20   | Noticed a juggernaut
329295 | Zig:20   | Noticed a juggernaut
329296 | Zig:20   | Noticed a juggernaut
329296 | Zig:20   | Noticed a juggernaut
329296 | Zig:20   | Noticed a juggernaut
329296 | Zig:20   | Noticed a juggernaut
329296 | Zig:20   | Killed a juggernaut
329297 | Zig:20   | Noticed a juggernaut
329297 | Zig:20   | Noticed a juggernaut
329298 | Zig:20   | Noticed a juggernaut
329299 | Zig:20   | Noticed a juggernaut
329299 | Zig:20   | Noticed a juggernaut
329299 | Zig:20   | Noticed a juggernaut
329300 | Zig:20   | Noticed a juggernaut
329302 | Zig:20   | Killed a juggernaut
329302 | Zig:20   | Killed a juggernaut
329302 | Zig:20   | Killed a juggernaut
329302 | Zig:20   | Killed a juggernaut
329302 | Zig:20   | Killed a juggernaut
329302 | Zig:20   | Killed a juggernaut
329302 | Zig:20   | Killed a juggernaut
329302 | Zig:20   | Killed a juggernaut
329302 | Zig:20   | Killed a juggernaut
329302 | Zig:20   | Killed a juggernaut
329302 | Zig:20   | Killed a juggernaut
329302 | Zig:20   | Killed a juggernaut
329302 | Zig:20   | Killed a juggernaut
329302 | Zig:20   | Killed a juggernaut
329302 | Zig:20   | Killed a juggernaut
329302 | Zig:20   | Killed a juggernaut
329302 | Zig:20   | Killed a juggernaut
329302 | Zig:20   | Killed a juggernaut
329302 | Zig:20   | Killed a juggernaut
329302 | Zig:20   | Killed a juggernaut
329302 | Zig:20   | Killed a juggernaut
329302 | Zig:20   | Killed a juggernaut
329302 | Zig:20   | Killed a juggernaut
329302 | Zig:20   | Killed a juggernaut
329302 | Zig:20   | Killed a juggernaut
329303 | Zig:20   | Noticed a juggernaut
329303 | Zig:20   | Noticed a juggernaut
329305 | Zig:20   | Noticed a juggernaut
329305 | Zig:20   | Noticed a juggernaut
329305 | Zig:20   | Noticed a juggernaut
329306 | Zig:20   | Noticed a juggernaut
329309 | Zig:20   | Noticed a juggernaut
329309 | Zig:20   | Killed a juggernaut
329310 | Zig:20   | Noticed a juggernaut
329311 | Zig:20   | Noticed a juggernaut
329312 | Zig:20   | Noticed a juggernaut
329313 | Zig:20   | Killed a juggernaut
329313 | Zig:20   | Killed a juggernaut
329313 | Zig:20   | Killed a juggernaut
329313 | Zig:20   | Killed a juggernaut
329313 | Zig:20   | Killed a juggernaut
329313 | Zig:20   | Killed a juggernaut
329313 | Zig:20   | Killed a juggernaut
329314 | Zig:20   | Noticed a juggernaut
329314 | Zig:20   | Noticed a juggernaut
329314 | Zig:20   | Noticed a juggernaut
329314 | Zig:20   | Noticed a juggernaut
329315 | Zig:20   | Noticed a juggernaut
329316 | Zig:20   | Killed a juggernaut
329318 | Zig:20   | Noticed a juggernaut
329321 | Zig:20   | Killed a juggernaut
329323 | Zig:20   | Noticed a juggernaut
329323 | Zig:20   | Killed a juggernaut
329323 | Zig:20   | Killed a juggernaut
329323 | Zig:20   | Killed a juggernaut
329323 | Zig:20   | Killed a juggernaut
329323 | Zig:20   | Killed a juggernaut
329323 | Zig:20   | Killed a juggernaut
329323 | Zig:20   | Killed a juggernaut
329323 | Zig:20   | Killed a juggernaut
329324 | Zig:20   | Noticed a juggernaut
329324 | Zig:20   | Noticed a juggernaut
329325 | Zig:20   | Noticed a juggernaut
329325 | Zig:20   | Noticed a juggernaut
329325 | Zig:20   | Noticed a juggernaut
329326 | Zig:20   | Noticed a juggernaut
329326 | Zig:20   | Noticed a juggernaut
329332 | Zig:20   | Killed a juggernaut
329332 | Zig:20   | Killed a juggernaut
329332 | Zig:20   | Killed a juggernaut
329332 | Zig:20   | Killed a juggernaut
329332 | Zig:20   | Killed a juggernaut
329332 | Zig:20   | Killed a juggernaut
329332 | Zig:20   | Killed a juggernaut
329332 | Zig:20   | Killed a juggernaut
329337 | Zig:20   | Noticed a juggernaut
329339 | Zig:20   | Noticed a juggernaut
329354 | Zig:20   | Noticed a juggernaut
329354 | Zig:20   | Killed a juggernaut
329354 | Zig:20   | Killed a juggernaut
329356 | Zig:20   | Noticed a juggernaut
329356 | Zig:20   | Noticed a juggernaut
329370 | Zig:20   | Killed a juggernaut
329370 | Zig:20   | Killed a juggernaut
329370 | Zig:20   | Killed a juggernaut
329410 | Zig:20   | Got a brightly glowing brass ring
329413 | Zig:20   | Identified the ring of Goobakoi {+Fly rPois MR+ Dex-3 Stlth+} (You found it on level 20 of a ziggurat)
329418 | Zig:20   | Got a fine glass ring
329419 | Zig:20   | Identified the ring "Bacasitz" {Wiz Str+6} (You found it on level 20 of a ziggurat)
329428 | Zig:20   | Got a sparkling glass ring
329430 | Zig:20   | Identified the ring of Iseg {+Fly Str+3} (You found it on level 20 of a ziggurat)
329779 | Zig:21   | Entered Level 21 of a ziggurat
329779 | Zig:21   | Noticed Purirphum the pandemonium lord
329779 | Zig:21   | Noticed Ufuostra the pandemonium lord
329779 | Zig:21   | Noticed Xeuxosed the pandemonium lord
329779 | Zig:21   | Noticed Fykeps the pandemonium lord
329779 | Zig:21   | Noticed Riruom the pandemonium lord
329779 | Zig:21   | Noticed Neoteoq the pandemonium lord
329779 | Zig:21   | Noticed Liarghik the pandemonium lord
329779 | Zig:21   | Noticed Hostrib the pandemonium lord
329779 | Zig:21   | Noticed Ottem the pandemonium lord
329779 | Zig:21   | Noticed Itivuahe the pandemonium lord
329779 | Zig:21   | Noticed Ryud the pandemonium lord
329779 | Zig:21   | Noticed Unusm the pandemonium lord
329779 | Zig:21   | Noticed Jubeil the pandemonium lord
329779 | Zig:21   | Noticed Qecaicao the pandemonium lord
329779 | Zig:21   | Noticed Dugop the pandemonium lord
329779 | Zig:21   | Noticed Emunnad the pandemonium lord
329779 | Zig:21   | Noticed Furett the pandemonium lord
329779 | Zig:21   | Noticed Pugratr Inynk the pandemonium lord
329779 | Zig:21   | Noticed Hiothrapt the pandemonium lord
329779 | Zig:21   | Noticed Namof the pandemonium lord
329779 | Zig:21   | Noticed Izxissa the pandemonium lord
329779 | Zig:21   | Noticed Veynos the pandemonium lord
329779 | Zig:21   | Noticed Ziraif the pandemonium lord
329779 | Zig:21   | Noticed Nuudox the pandemonium lord
329779 | Zig:21   | Noticed Jijen the pandemonium lord
329779 | Zig:21   | Noticed Vuzegh the pandemonium lord
329779 | Zig:21   | Noticed Xuosh the pandemonium lord
329779 | Zig:21   | Noticed Himod the pandemonium lord
329779 | Zig:21   | Noticed Segorah the pandemonium lord
329779 | Zig:21   | Noticed Zina the pandemonium lord
329779 | Zig:21   | Noticed Qorghyan the pandemonium lord
329779 | Zig:21   | Noticed Ywuel the pandemonium lord
329779 | Zig:21   | Noticed Pyploi the pandemonium lord
329779 | Zig:21   | Noticed Hifoah the pandemonium lord
329779 | Zig:21   | Noticed Heaxoe the pandemonium lord
329779 | Zig:21   | Noticed Zaqomn the pandemonium lord
329779 | Zig:21   | Noticed Adiprog the pandemonium lord
329779 | Zig:21   | Noticed Qicup the pandemonium lord
329779 | Zig:21   | Noticed Joxoqur the pandemonium lord
329779 | Zig:21   | Noticed Tieqeruz the pandemonium lord
329779 | Zig:21   | Noticed Qalit the pandemonium lord
329779 | Zig:21   | Noticed Newecoj the pandemonium lord
329779 | Zig:21   | Noticed Zuodeo the pandemonium lord
329779 | Zig:21   | Noticed Utzounla the pandemonium lord
329779 | Zig:21   | Noticed Hiekhlisy the pandemonium lord
329781 | Zig:21   | Noticed Weleept the pandemonium lord
329782 | Zig:21   | Noticed Gotefop the pandemonium lord
329783 | Zig:21   | Noticed Goiqaewk the pandemonium lord
329783 | Zig:21   | Noticed Iqafo the pandemonium lord
329785 | Zig:21   | Noticed Jegyze the pandemonium lord
329785 | Zig:21   | Noticed Juurum the pandemonium lord
329785 | Zig:21   | Noticed Dijolo the pandemonium lord
329785 | Zig:21   | Noticed Jalewu the pandemonium lord
329785 | Zig:21   | Killed Zuodeo the pandemonium lord
329785 | Zig:21   | Killed Joxoqur the pandemonium lord
329786 | Zig:21   | Killed Pyploi the pandemonium lord
329787 | Zig:21   | Noticed Ryroenao the pandemonium lord
329787 | Zig:21   | Noticed Fehiowacs the pandemonium lord
329787 | Zig:21   | Noticed Kylaghab the pandemonium lord
329787 | Zig:21   | Killed Zina the pandemonium lord
329787 | Zig:21   | Killed Utzounla the pandemonium lord
329788 | Zig:21   | Killed Adiprog the pandemonium lord
329788 | Zig:21   | Killed Qicup the pandemonium lord
329788 | Zig:21   | Killed Hiekhlisy the pandemonium lord
329788 | Zig:21   | Killed Ufuostra the pandemonium lord
329788 | Zig:21   | Killed Jalewu the pandemonium lord
329788 | Zig:21   | Killed Goiqaewk the pandemonium lord
329789 | Zig:21   | Noticed Pirut the pandemonium lord
329789 | Zig:21   | Noticed Fotasham the pandemonium lord
329789 | Zig:21   | Noticed Rocurin the pandemonium lord
329790 | Zig:21   | Noticed Vannuxt the pandemonium lord
329790 | Zig:21   | Noticed Caziudig the pandemonium lord
329790 | Zig:21   | Killed Xuosh the pandemonium lord
329790 | Zig:21   | Killed Jegyze the pandemonium lord
329790 | Zig:21   | Killed Jijen the pandemonium lord
329790 | Zig:21   | Killed Nuudox the pandemonium lord
329790 | Zig:21   | Killed Qecaicao the pandemonium lord
329790 | Zig:21   | Killed Iqafo the pandemonium lord
329790 | Zig:21   | Killed Neoteoq the pandemonium lord
329791 | Zig:21   | Noticed Jot Miyhu the pandemonium lord
329791 | Zig:21   | Noticed Hefoibat the pandemonium lord
329792 | Zig:21   | Noticed Gyimafyu the pandemonium lord
329792 | Zig:21   | Killed Xeuxosed the pandemonium lord
329792 | Zig:21   | Killed Vannuxt the pandemonium lord
329792 | Zig:21   | Killed Ilorghyll the pandemonium lord
329792 | Zig:21   | Killed Liarghik the pandemonium lord
329794 | Zig:21   | Noticed Useax the pandemonium lord
329794 | Zig:21   | Killed Ywuel the pandemonium lord
329794 | Zig:21   | Killed Fykeps the pandemonium lord
329794 | Zig:21   | Killed Emunnad the pandemonium lord
329794 | Zig:21   | Killed Himod the pandemonium lord
329794 | Zig:21   | Killed Weleept the pandemonium lord
329794 | Zig:21   | Killed Hifoah the pandemonium lord
329795 | Zig:21   | Noticed Tatingos the pandemonium lord
329795 | Zig:21   | Killed Caziudig the pandemonium lord
329795 | Zig:21   | Killed Zaqomn the pandemonium lord
329795 | Zig:21   | Killed Dijolo the pandemonium lord
329795 | Zig:21   | Killed Qalit the pandemonium lord
329795 | Zig:21   | Killed Itivuahe the pandemonium lord
329795 | Zig:21   | Killed Gyimafyu the pandemonium lord
329795 | Zig:21   | Killed Heaxoe the pandemonium lord
329795 | Zig:21   | Killed Veynos the pandemonium lord
329795 | Zig:21   | Killed Fotasham the pandemonium lord
329795 | Zig:21   | Killed Gotefop the pandemonium lord
329796 | Zig:21   | Noticed Gytezif the pandemonium lord
329796 | Zig:21   | Noticed Paipruab the pandemonium lord
329796 | Zig:21   | Noticed Ycrorch the pandemonium lord
329796 | Zig:21   | Killed Hiothrapt the pandemonium lord
329796 | Zig:21   | Killed Qorghyan the pandemonium lord
329797 | Zig:21   | Noticed Leogheq the pandemonium lord
329797 | Zig:21   | Killed Jubeil the pandemonium lord
329797 | Zig:21   | Killed Jot Miyhu the pandemonium lord
329797 | Zig:21   | Killed Purirphum the pandemonium lord
329797 | Zig:21   | Killed Namof the pandemonium lord
329797 | Zig:21   | Killed Kylaghab the pandemonium lord
329797 | Zig:21   | Noticed Atofir the pandemonium lord
329798 | Zig:21   | Noticed Mumiqeost the pandemonium lord
329799 | Zig:21   | Noticed Byppoum the pandemonium lord
329799 | Zig:21   | Noticed Tiaj the pandemonium lord
329799 | Zig:21   | Killed Ryud the pandemonium lord
329799 | Zig:21   | Killed Izxissa the pandemonium lord
329799 | Zig:21   | Killed Tatingos the pandemonium lord
329799 | Zig:21   | Killed Newecoj the pandemonium lord
329799 | Zig:21   | Killed Vuzegh the pandemonium lord
329799 | Zig:21   | Killed Segorah the pandemonium lord
329800 | Zig:21   | Noticed Wyrghon the pandemonium lord
329800 | Zig:21   | Killed Riruom the pandemonium lord
329800 | Zig:21   | Killed Useax the pandemonium lord
329800 | Zig:21   | Killed Fehiowacs the pandemonium lord
329800 | Zig:21   | Killed Unusm the pandemonium lord
329800 | Zig:21   | Killed Gytezif the pandemonium lord
329800 | Zig:21   | Killed Juurum the pandemonium lord
329800 | Zig:21   | Noticed Tenema Diry the pandemonium lord
329801 | Zig:21   | Noticed Pyuhocef the pandemonium lord
329802 | Zig:21   | Noticed Niovvut the pandemonium lord
329802 | Zig:21   | Noticed Ydoukion the pandemonium lord
329802 | Zig:21   | Noticed Qocothro the pandemonium lord
329803 | Zig:21   | Noticed Oghezxud the pandemonium lord
329803 | Zig:21   | Noticed Yhucs the pandemonium lord
329803 | Zig:21   | Noticed Gyoletto the pandemonium lord
329803 | Zig:21   | Noticed Banant the pandemonium lord
329803 | Zig:21   | Noticed Epay the pandemonium lord
329803 | Zig:21   | Noticed Civasy the pandemonium lord
329804 | Zig:21   | Noticed Butsua the pandemonium lord
329804 | Zig:21   | Noticed Acituf Irei the pandemonium lord
329805 | Zig:21   | Noticed Ninurrer the pandemonium lord
329805 | Zig:21   | Killed Ryroenao the pandemonium lord
329806 | Zig:21   | Noticed Dutuivor the pandemonium lord
329806 | Zig:21   | Noticed Filej the pandemonium lord
329806 | Zig:21   | Noticed Icuoti Enimn the pandemonium lord
329806 | Zig:21   | Noticed Poar the pandemonium lord
329806 | Zig:21   | Noticed Kuinen the pandemonium lord
329806 | Zig:21   | Killed Ycrorch the pandemonium lord
329807 | Zig:21   | Noticed Puetha the pandemonium lord
329807 | Zig:21   | Killed Hefoibat the pandemonium lord
329807 | Zig:21   | Killed Paipruab the pandemonium lord
329808 | Zig:21   | Noticed Iridoj the pandemonium lord
329808 | Zig:21   | Killed Rocurin the pandemonium lord
329809 | Zig:21   | Noticed Voenor the pandemonium lord
329809 | Zig:21   | Killed Atofir the pandemonium lord
329809 | Zig:21   | Killed Byppoum the pandemonium lord
329809 | Zig:21   | Killed Acituf Irei the pandemonium lord
329809 | Zig:21   | Killed Furett the pandemonium lord
329809 | Zig:21   | Killed Pyuhocef the pandemonium lord
329809 | Zig:21   | Killed Pirut the pandemonium lord
329809 | Zig:21   | Killed Qocothro the pandemonium lord
329810 | Zig:21   | Noticed Wositiy the pandemonium lord
329810 | Zig:21   | Killed Tieqeruz the pandemonium lord
329810 | Zig:21   | Killed Oghezxud the pandemonium lord
329811 | Zig:21   | Noticed Viovuo the pandemonium lord
329812 | Zig:21   | Noticed Gutuhias the pandemonium lord
329812 | Zig:21   | Noticed Cemaper the pandemonium lord
329812 | Zig:21   | Noticed Orholiy the pandemonium lord
329812 | Zig:21   | Noticed Weathreij the pandemonium lord
329812 | Zig:21   | Killed Leogheq the pandemonium lord
329812 | Zig:21   | Killed Poar the pandemonium lord
329812 | Zig:21   | Killed Banant the pandemonium lord
329812 | Zig:21   | Killed Civasy the pandemonium lord
329812 | Zig:21   | Killed Ydoukion the pandemonium lord
329812 | Zig:21   | Killed Ottem the pandemonium lord
329813 | Zig:21   | Noticed Soajurest the pandemonium lord
329813 | Zig:21   | Noticed Heytitof the pandemonium lord
329813 | Zig:21   | Noticed Qyushuk the pandemonium lord
329813 | Zig:21   | Noticed Akucan the pandemonium lord
329813 | Zig:21   | Noticed Ysadi the pandemonium lord
329814 | Zig:21   | Noticed Kaasam the pandemonium lord
329814 | Zig:21   | Noticed Xoriymomen the pandemonium lord
329814 | Zig:21   | Killed Tiaj the pandemonium lord
329814 | Zig:21   | Killed Pugratr Inynk the pandemonium lord
329814 | Zig:21   | Killed Filej the pandemonium lord
329814 | Zig:21   | Killed Kuinen the pandemonium lord
329815 | Zig:21   | Noticed Ruduech the pandemonium lord
329816 | Zig:21   | Noticed Gyudd the pandemonium lord
329816 | Zig:21   | Noticed Xevuot the pandemonium lord
329816 | Zig:21   | Killed Heytitof the pandemonium lord
329817 | Zig:21   | Noticed Cotsuann the pandemonium lord
329817 | Zig:21   | Killed Wyrghon the pandemonium lord
329817 | Zig:21   | Killed Gyoletto the pandemonium lord
329818 | Zig:21   | Noticed Qaigen the pandemonium lord
329818 | Zig:21   | Noticed Ufepsext the pandemonium lord
329818 | Zig:21   | Noticed Cidoext the pandemonium lord
329818 | Zig:21   | Noticed Coseohaf the pandemonium lord
329818 | Zig:21   | Noticed Peitiulle the pandemonium lord
329818 | Zig:21   | Killed Xevuot the pandemonium lord
329819 | Zig:21   | Noticed Kubla Zedaa the pandemonium lord
329819 | Zig:21   | Killed Yhucs the pandemonium lord
329820 | Zig:21   | Noticed Quuth the pandemonium lord
329821 | Zig:21   | Noticed Jeosch the pandemonium lord
329821 | Zig:21   | Noticed Oqeetr Jeume the pandemonium lord
329821 | Zig:21   | Noticed Huxtecoc the pandemonium lord
329821 | Zig:21   | Noticed Vyrasal the pandemonium lord
329821 | Zig:21   | Noticed Xupped the pandemonium lord
329821 | Zig:21   | Noticed Ygaqak the pandemonium lord
329821 | Zig:21   | Killed Viovuo the pandemonium lord
329821 | Zig:21   | Killed Xoriymomen the pandemonium lord
329821 | Zig:21   | Killed Icuoti Enimn the pandemonium lord
329821 | Zig:21   | Killed Ysadi the pandemonium lord
329821 | Zig:21   | Killed Dutuivor the pandemonium lord
329821 | Zig:21   | Killed Epay the pandemonium lord
329821 | Zig:21   | Killed Wositiy the pandemonium lord
329821 | Zig:21   | Killed Niovvut the pandemonium lord
329821 | Zig:21   | Killed Gelomuch the pandemonium lord
329821 | Zig:21   | Killed Soajurest the pandemonium lord
329821 | Zig:21   | Killed Iridoj the pandemonium lord
329821 | Zig:21   | Killed Peitiulle the pandemonium lord
329821 | Zig:21   | Killed Jeosch the pandemonium lord
329822 | Zig:21   | Noticed Puekisebu the pandemonium lord
329822 | Zig:21   | Noticed Qolag the pandemonium lord
329823 | Zig:21   | Noticed Xaekk the pandemonium lord
329823 | Zig:21   | Noticed Arigoph the pandemonium lord
329824 | Zig:21   | Killed Ledoll the pandemonium lord
329824 | Zig:21   | Killed Cotsuann the pandemonium lord
329824 | Zig:21   | Killed Akucan the pandemonium lord
329825 | Zig:21   | Noticed Nizah the pandemonium lord
329825 | Zig:21   | Killed Puetha the pandemonium lord
329826 | Zig:21   | Noticed Niatec the pandemonium lord
329826 | Zig:21   | Killed Ninurrer the pandemonium lord
329826 | Zig:21   | Killed Puekisebu the pandemonium lord
329826 | Zig:21   | Killed Qolag the pandemonium lord
329826 | Zig:21   | Killed Neyniaw the pandemonium lord
329826 | Zig:21   | Killed Ziraif the pandemonium lord
329827 | Zig:21   | Noticed Xeigucli the pandemonium lord
329827 | Zig:21   | Noticed Coocs the pandemonium lord
329827 | Zig:21   | Noticed Wiaguot the pandemonium lord
329827 | Zig:21   | Killed Weathreij the pandemonium lord
329827 | Zig:21   | Killed Ygaqak the pandemonium lord
329827 | Zig:21   | Killed Cidoext the pandemonium lord
329827 | Zig:21   | Killed Coseohaf the pandemonium lord
329827 | Zig:21   | Killed Quuth the pandemonium lord
329827 | Zig:21   | Killed Voenor the pandemonium lord
329827 | Zig:21   | Killed Ador the pandemonium lord
329827 | Zig:21   | Killed Gyudd the pandemonium lord
329827 | Zig:21   | Killed Xupped the pandemonium lord
329827 | Zig:21   | Killed Cemaper the pandemonium lord
329827 | Zig:21   | Killed Xaekk the pandemonium lord
329828 | Zig:21   | Noticed Caduano the pandemonium lord
329828 | Zig:21   | Noticed Busietr Qoomp the pandemonium lord
329828 | Zig:21   | Noticed Roephexe the pandemonium lord
329828 | Zig:21   | Noticed Orixuu the pandemonium lord
329828 | Zig:21   | Killed Orholiy the pandemonium lord
329829 | Zig:21   | Killed Uhijihan the pandemonium lord
329829 | Zig:21   | Killed Butsua the pandemonium lord
329829 | Zig:21   | Killed Caduano the pandemonium lord
329830 | Zig:21   | Killed Gutuhias the pandemonium lord
329830 | Zig:21   | Killed Coocs the pandemonium lord
329830 | Zig:21   | Killed Qyushuk the pandemonium lord
329830 | Zig:21   | Killed Qaigen the pandemonium lord
329830 | Zig:21   | Killed Orixuu the pandemonium lord
329830 | Zig:21   | Killed Nizah the pandemonium lord
329830 | Zig:21   | Killed Huxtecoc the pandemonium lord
329830 | Zig:21   | Killed Niatec the pandemonium lord
329831 | Zig:21   | Noticed Inixzos the pandemonium lord
329831 | Zig:21   | Noticed Viuniun the pandemonium lord
329831 | Zig:21   | Noticed Otum the pandemonium lord
329831 | Zig:21   | Noticed Jeky the pandemonium lord
329831 | Zig:21   | Noticed Zace the pandemonium lord
329832 | Zig:21   | Noticed Kabala the pandemonium lord
329832 | Zig:21   | Noticed Cupealife the pandemonium lord
329833 | Zig:21   | Noticed Katyguext the pandemonium lord
329833 | Zig:21   | Killed Xeigucli the pandemonium lord
329834 | Zig:21   | Noticed Onlorag the pandemonium lord
329834 | Zig:21   | Noticed Syumnayp the pandemonium lord
329835 | Zig:21   | Killed Vyrasal the pandemonium lord
329835 | Zig:21   | Killed Ufepsext the pandemonium lord
329835 | Zig:21   | Killed Kaasam the pandemonium lord
329835 | Zig:21   | Killed Busietr Qoomp the pandemonium lord
329835 | Zig:21   | Killed Arigoph the pandemonium lord
329838 | Zig:21   | Noticed Laifraji the pandemonium lord
329839 | Zig:21   | Noticed Ighe Zur the pandemonium lord
329839 | Zig:21   | Noticed Hiklyd the pandemonium lord
329839 | Zig:21   | Noticed Vamivose the pandemonium lord
329840 | Zig:21   | Noticed Inkiogir the pandemonium lord
329840 | Zig:21   | Noticed Uvuega the pandemonium lord
329840 | Zig:21   | Killed Tenema Diry the pandemonium lord
329841 | Zig:21   | Noticed Bozoax the pandemonium lord
329841 | Zig:21   | Noticed Rampugha the pandemonium lord
329843 | Zig:21   | Noticed Eddaunko the pandemonium lord
329843 | Zig:21   | Noticed Nanlorgh the pandemonium lord
329844 | Zig:21   | Noticed Toliciot the pandemonium lord
329844 | Zig:21   | Noticed Derpheti the pandemonium lord
329845 | Zig:21   | Noticed Goufayk the pandemonium lord
329846 | Zig:21   | Killed Kabala the pandemonium lord
329847 | Zig:21   | Noticed Wegeheng the pandemonium lord
329848 | Zig:21   | Noticed Akeisyoh the pandemonium lord
329848 | Zig:21   | Noticed Mile the pandemonium lord
329848 | Zig:21   | Noticed Gadd the pandemonium lord
329848 | Zig:21   | Noticed Xeapnos the pandemonium lord
329849 | Zig:21   | Noticed Unepp the pandemonium lord
329849 | Zig:21   | Killed Viuniun the pandemonium lord
329851 | Zig:21   | Noticed Woargheth the pandemonium lord
329852 | Zig:21   | Noticed Kezoar the pandemonium lord
329852 | Zig:21   | Killed Kubla Zedaa the pandemonium lord
329852 | Zig:21   | Killed Zace the pandemonium lord
329852 | Zig:21   | Killed Cupealife the pandemonium lord
329852 | Zig:21   | Killed Syumnayp the pandemonium lord
329853 | Zig:21   | Noticed Dohow the pandemonium lord
329854 | Zig:21   | Noticed Wabbyar the pandemonium lord
329854 | Zig:21   | Noticed Lyempe the pandemonium lord
329855 | Zig:21   | Noticed Camuacw the pandemonium lord
329855 | Zig:21   | Killed Laifraji the pandemonium lord
329857 | Zig:21   | Noticed Ocakawad the pandemonium lord
329857 | Zig:21   | Killed Wegeheng the pandemonium lord
329857 | Zig:21   | Killed Otum the pandemonium lord
329857 | Zig:21   | Killed Kezoar the pandemonium lord
329857 | Zig:21   | Killed Dugop the pandemonium lord
329857 | Zig:21   | Killed Mumiqeost the pandemonium lord
329857 | Zig:21   | Killed Unepp the pandemonium lord
329858 | Zig:21   | Noticed Pewec the pandemonium lord
329858 | Zig:21   | Noticed Vyrexzyps the pandemonium lord
329858 | Zig:21   | Killed Oqeetr Jeume the pandemonium lord
329858 | Zig:21   | Killed Bozoax the pandemonium lord
329858 | Zig:21   | Killed Rampugha the pandemonium lord
329858 | Zig:21   | Killed Goufayk the pandemonium lord
329858 | Zig:21   | Killed Ruduech the pandemonium lord
329859 | Zig:21   | Noticed Fetinnir the pandemonium lord
329859 | Zig:21   | Noticed Wyapyd the pandemonium lord
329859 | Zig:21   | Killed Roephexe the pandemonium lord
329859 | Zig:21   | Killed Lyempe the pandemonium lord
329859 | Zig:21   | Killed Wiaguot the pandemonium lord
329859 | Zig:21   | Killed Jeky the pandemonium lord
329859 | Zig:21   | Killed Mile the pandemonium lord
329859 | Zig:21   | Killed Vamivose the pandemonium lord
329859 | Zig:21   | Killed Hadox the pandemonium lord
329859 | Zig:21   | Killed Camuacw the pandemonium lord
329860 | Zig:21   | Noticed Duuc Nysipp the pandemonium lord
329860 | Zig:21   | Noticed Qyteus the pandemonium lord
329861 | Zig:21   | Noticed Vososen the pandemonium lord
329862 | Zig:21   | Killed Onlorag the pandemonium lord
329862 | Zig:21   | Killed Inkiogir the pandemonium lord
329862 | Zig:21   | Killed Dohow the pandemonium lord
329862 | Zig:21   | Killed Nanlorgh the pandemonium lord
329862 | Zig:21   | Killed Ocakawad the pandemonium lord
329862 | Zig:21   | Killed Vyrexzyps the pandemonium lord
329863 | Zig:21   | Noticed Yshoph the pandemonium lord
329863 | Zig:21   | Noticed Forha the pandemonium lord
329863 | Zig:21   | Noticed Wueproagu the pandemonium lord
329863 | Zig:21   | Killed Wyapyd the pandemonium lord
329863 | Zig:21   | Killed Fetinnir the pandemonium lord
329863 | Zig:21   | Killed Katyguext the pandemonium lord
329865 | Zig:21   | Noticed Testruf the pandemonium lord
329865 | Zig:21   | Killed Yshoph the pandemonium lord
329865 | Zig:21   | Killed Wueproagu the pandemonium lord
329865 | Zig:21   | Killed Vososen the pandemonium lord
329865 | Zig:21   | Killed Derpheti the pandemonium lord
329865 | Zig:21   | Killed Ighe Zur the pandemonium lord
329865 | Zig:21   | Killed Eddaunko the pandemonium lord
329866 | Zig:21   | Killed Gadd the pandemonium lord
329866 | Zig:21   | Killed Toliciot the pandemonium lord
329866 | Zig:21   | Killed Woargheth the pandemonium lord
329867 | Zig:21   | Noticed Idetz the pandemonium lord
329867 | Zig:21   | Noticed Rioreusy the pandemonium lord
329868 | Zig:21   | Noticed Bogajov the pandemonium lord
329868 | Zig:21   | Noticed Haoxzooba the pandemonium lord
329868 | Zig:21   | Killed Uvuega the pandemonium lord
329868 | Zig:21   | Killed Testruf the pandemonium lord
329868 | Zig:21   | Killed Wabbyar the pandemonium lord
329868 | Zig:21   | Killed Inixzos the pandemonium lord
329869 | Zig:21   | Noticed Yhosor the pandemonium lord
329870 | Zig:21   | Killed Rioreusy the pandemonium lord
329870 | Zig:21   | Killed Amonoytz the pandemonium lord
329871 | Zig:21   | Noticed Umpiamugiu the pandemonium lord
329871 | Zig:21   | Killed Hostrib the pandemonium lord
329871 | Zig:21   | Killed Xeapnos the pandemonium lord
329871 | Zig:21   | Killed Bogajov the pandemonium lord
329873 | Zig:21   | Noticed Ilyz the pandemonium lord
329873 | Zig:21   | Noticed Monten the pandemonium lord
329873 | Zig:21   | Noticed Uhuni the pandemonium lord
329873 | Zig:21   | Noticed Gutaemoy the pandemonium lord
329873 | Zig:21   | Noticed Onexkerr the pandemonium lord
329874 | Zig:21   | Noticed Byqeh the pandemonium lord
329874 | Zig:21   | Noticed Pyjemebb the pandemonium lord
329874 | Zig:21   | Noticed Ibrida the pandemonium lord
329874 | Zig:21   | Noticed Norphe Oweu the pandemonium lord
329874 | Zig:21   | Noticed Cudikeng the pandemonium lord
329874 | Zig:21   | Noticed Rarch the pandemonium lord
329874 | Zig:21   | Noticed Huden the pandemonium lord
329874 | Zig:21   | Noticed Usomm the pandemonium lord
329874 | Zig:21   | Noticed Agouklit the pandemonium lord
329874 | Zig:21   | Noticed Roisurph the pandemonium lord
329874 | Zig:21   | Noticed Migan the pandemonium lord
329874 | Zig:21   | Noticed Qileithre the pandemonium lord
329874 | Zig:21   | Noticed Tiqadinnag the pandemonium lord
329874 | Zig:21   | Noticed Zuefuoso the pandemonium lord
329874 | Zig:21   | Noticed Woaff the pandemonium lord
329874 | Zig:21   | Noticed Tuyr the pandemonium lord
329874 | Zig:21   | Noticed Kecvon the pandemonium lord
329874 | Zig:21   | Noticed Plog the pandemonium lord
329874 | Zig:21   | Noticed Loodup Vuosk the pandemonium lord
329874 | Zig:21   | Noticed Xicaos the pandemonium lord
329874 | Zig:21   | Noticed Commu the pandemonium lord
329874 | Zig:21   | Noticed Kivov the pandemonium lord
329874 | Zig:21   | Noticed Ima Xumo the pandemonium lord
329874 | Zig:21   | Killed Umpiamugiu the pandemonium lord
329876 | Zig:21   | Noticed Raabead the pandemonium lord
329876 | Zig:21   | Noticed Qioroaph the pandemonium lord
329877 | Zig:21   | Noticed Baynuif the pandemonium lord
329877 | Zig:21   | Killed Anoschor the pandemonium lord
329878 | Zig:21   | Noticed Bomooq the pandemonium lord
329878 | Zig:21   | Noticed Apruyth the pandemonium lord
329878 | Zig:21   | Noticed Kustem the pandemonium lord
329878 | Zig:21   | Killed Uhuni the pandemonium lord
329878 | Zig:21   | Killed Yhosor the pandemonium lord
329878 | Zig:21   | Killed Idetz the pandemonium lord
329878 | Zig:21   | Killed Qyteus the pandemonium lord
329879 | Zig:21   | Noticed Biasiuryq the pandemonium lord
329879 | Zig:21   | Killed Usomm the pandemonium lord
329879 | Zig:21   | Killed Cudikeng the pandemonium lord
329879 | Zig:21   | Killed Hiklyd the pandemonium lord
329880 | Zig:21   | Noticed Rovost the pandemonium lord
329880 | Zig:21   | Killed Haoxzooba the pandemonium lord
329880 | Zig:21   | Killed Kecvon the pandemonium lord
329880 | Zig:21   | Killed Akeisyoh the pandemonium lord
329881 | Zig:21   | Noticed Jiusag the pandemonium lord
329881 | Zig:21   | Noticed Fuisit the pandemonium lord
329881 | Zig:21   | Noticed Jimaot the pandemonium lord
329881 | Zig:21   | Noticed Ehoajoaw the pandemonium lord
329881 | Zig:21   | Killed Gutaemoy the pandemonium lord
329881 | Zig:21   | Killed Duuc Nysipp the pandemonium lord
329881 | Zig:21   | Killed Tuyr the pandemonium lord
329881 | Zig:21   | Killed Kivov the pandemonium lord
329881 | Zig:21   | Killed Qioroaph the pandemonium lord
329882 | Zig:21   | Noticed Iqoud the pandemonium lord
329882 | Zig:21   | Killed Xicaos the pandemonium lord
329882 | Zig:21   | Killed Plog the pandemonium lord
329882 | Zig:21   | Killed Jimaot the pandemonium lord
329883 | Zig:21   | Noticed Qaits the pandemonium lord
329883 | Zig:21   | Noticed Seikhlo the pandemonium lord
329883 | Zig:21   | Killed Ima Xumo the pandemonium lord
329883 | Zig:21   | Killed Ibrida the pandemonium lord
329883 | Zig:21   | Killed Byqeh the pandemonium lord
329884 | Zig:21   | Noticed Bics the pandemonium lord
329884 | Zig:21   | Noticed Jaetidy the pandemonium lord
329884 | Zig:21   | Noticed Fuchie Dusu the pandemonium lord
329884 | Zig:21   | Noticed Munoahua the pandemonium lord
329884 | Zig:21   | Noticed Jomongew the pandemonium lord
329884 | Zig:21   | Noticed Bieziyky the pandemonium lord
329886 | Zig:21   | Noticed Woteus the pandemonium lord
329888 | Zig:21   | Noticed Cuomohy the pandemonium lord
329888 | Zig:21   | Noticed Goha the pandemonium lord
329890 | Zig:21   | Noticed Gelyck the pandemonium lord
329891 | Zig:21   | Killed Zuefuoso the pandemonium lord
329891 | Zig:21   | Killed Woaff the pandemonium lord
329891 | Zig:21   | Killed Rovost the pandemonium lord
329891 | Zig:21   | Killed Huden the pandemonium lord
329891 | Zig:21   | Killed Migan the pandemonium lord
329891 | Zig:21   | Killed Kustem the pandemonium lord
329892 | Zig:21   | Noticed Jopim the pandemonium lord
329892 | Zig:21   | Killed Rarch the pandemonium lord
329892 | Zig:21   | Killed Seikhlo the pandemonium lord
329892 | Zig:21   | Killed Tiqadinnag the pandemonium lord
329893 | Zig:21   | Noticed Ruoh the pandemonium lord
329895 | Zig:21   | Killed Pyjemebb the pandemonium lord
329895 | Zig:21   | Killed Cuomohy the pandemonium lord
329895 | Zig:21   | Killed Fuisit the pandemonium lord
329896 | Zig:21   | Killed Apruyth the pandemonium lord
329898 | Zig:21   | Noticed Fimm the pandemonium lord
329899 | Zig:21   | Noticed Zegom the pandemonium lord
329899 | Zig:21   | Noticed Hoebum the pandemonium lord
329900 | Zig:21   | Noticed Qethruso the pandemonium lord
329901 | Zig:21   | Noticed Erazam the pandemonium lord
329901 | Zig:21   | Killed Jopim the pandemonium lord
329903 | Zig:21   | Noticed Foukeut the pandemonium lord
329903 | Zig:21   | Killed Baynuif the pandemonium lord
329903 | Zig:21   | Killed Jiusag the pandemonium lord
329904 | Zig:21   | Killed Onexkerr the pandemonium lord
329905 | Zig:21   | Noticed Plog the pandemonium lord
329905 | Zig:21   | Killed Norphe Oweu the pandemonium lord
329905 | Zig:21   | Killed Gelyck the pandemonium lord
329906 | Zig:21   | Noticed Essut the pandemonium lord
329906 | Zig:21   | Killed Agouklit the pandemonium lord
329906 | Zig:21   | Killed Ilyz the pandemonium lord
329907 | Zig:21   | Noticed Remeporo the pandemonium lord
329907 | Zig:21   | Noticed Veotz the pandemonium lord
329907 | Zig:21   | Killed Plog the pandemonium lord
329907 | Zig:21   | Killed Biasiuryq the pandemonium lord
329907 | Zig:21   | Killed Pewec the pandemonium lord
329907 | Zig:21   | Killed Qileithre the pandemonium lord
329907 | Zig:21   | Killed Monten the pandemonium lord
329907 | Zig:21   | Killed Roisurph the pandemonium lord
329908 | Zig:21   | Noticed Okhun the pandemonium lord
329908 | Zig:21   | Noticed Fuadenekh the pandemonium lord
329908 | Zig:21   | Noticed Nubbauhidgh the pandemonium lord
329909 | Zig:21   | Noticed Yryekhink the pandemonium lord
329909 | Zig:21   | Killed Bomooq the pandemonium lord
329909 | Zig:21   | Killed Ehoajoaw the pandemonium lord
329910 | Zig:21   | Noticed Ylieryxt the pandemonium lord
329910 | Zig:21   | Killed Iqoud the pandemonium lord
329910 | Zig:21   | Killed Fimm the pandemonium lord
329910 | Zig:21   | Killed Yryekhink the pandemonium lord
329910 | Zig:21   | Killed Zegom the pandemonium lord
329910 | Zig:21   | Killed Essut the pandemonium lord
329910 | Zig:21   | Killed Commu the pandemonium lord
329911 | Zig:21   | Noticed Yforiy the pandemonium lord
329913 | Zig:21   | Noticed Zinuu the pandemonium lord
329914 | Zig:21   | Noticed Nuklup the pandemonium lord
329914 | Zig:21   | Noticed Poitav Tapau the pandemonium lord
329915 | Zig:21   | Noticed Ohinwup the pandemonium lord
329915 | Zig:21   | Noticed Yten the pandemonium lord
329916 | Zig:21   | Noticed Kikuhim the pandemonium lord
329916 | Zig:21   | Killed Ruoh the pandemonium lord
329916 | Zig:21   | Killed Tiuwn the pandemonium lord
329916 | Zig:21   | Killed Bieziyky the pandemonium lord
329916 | Zig:21   | Killed Raabead the pandemonium lord
329917 | Zig:21   | Noticed Leonke Vusk the pandemonium lord
329918 | Zig:21   | Noticed Inim the pandemonium lord
329918 | Zig:21   | Noticed Rupiang the pandemonium lord
329918 | Zig:21   | Killed Goha the pandemonium lord
329919 | Zig:21   | Noticed Nejobe the pandemonium lord
329920 | Zig:21   | Noticed Lodeo the pandemonium lord
329921 | Zig:21   | Noticed Tobukk the pandemonium lord
329921 | Zig:21   | Noticed Useofyij the pandemonium lord
329922 | Zig:21   | Noticed Esuam the pandemonium lord
329923 | Zig:21   | Killed Zinuu the pandemonium lord
329923 | Zig:21   | Killed Veotz the pandemonium lord
329923 | Zig:21   | Killed Foukeut the pandemonium lord
329923 | Zig:21   | Killed Remeporo the pandemonium lord
329924 | Zig:21   | Noticed Deerom the pandemonium lord
329924 | Zig:21   | Noticed Kuusm the pandemonium lord
329924 | Zig:21   | Killed Munoahua the pandemonium lord
329924 | Zig:21   | Killed Poitav Tapau the pandemonium lord
329924 | Zig:21   | Killed Ohinwup the pandemonium lord
329924 | Zig:21   | Killed Hoebum the pandemonium lord
329924 | Zig:21   | Killed Nuklup the pandemonium lord
329924 | Zig:21   | Killed Bics the pandemonium lord
329924 | Zig:21   | Killed Kikuhim the pandemonium lord
329924 | Zig:21   | Killed Xeca the pandemonium lord
329925 | Zig:21   | Noticed Viynesu the pandemonium lord
329925 | Zig:21   | Killed Fuchie Dusu the pandemonium lord
329925 | Zig:21   | Killed Fuadenekh the pandemonium lord
329926 | Zig:21   | Noticed Tibawnek the pandemonium lord
329926 | Zig:21   | Killed Nubbauhidgh the pandemonium lord
329926 | Zig:21   | Killed Useofyij the pandemonium lord
329926 | Zig:21   | Killed Qethruso the pandemonium lord
329927 | Zig:21   | Noticed Enusch the pandemonium lord
329927 | Zig:21   | Noticed Boakk the pandemonium lord
329928 | Zig:21   | Noticed Soklugh the pandemonium lord
329928 | Zig:21   | Killed Nejobe the pandemonium lord
329928 | Zig:21   | Killed Tobukk the pandemonium lord
329929 | Zig:21   | Killed Jomongew the pandemonium lord
329930 | Zig:21   | Noticed Niamn the pandemonium lord
329931 | Zig:21   | Noticed Maemeota the pandemonium lord
329931 | Zig:21   | Killed Woteus the pandemonium lord
329932 | Zig:21   | Noticed Ethrogao the pandemonium lord
329932 | Zig:21   | Killed Tibawnek the pandemonium lord
329934 | Zig:21   | Noticed Fies the pandemonium lord
329934 | Zig:21   | Killed Yforiy the pandemonium lord
329934 | Zig:21   | Killed Esuam the pandemonium lord
329934 | Zig:21   | Killed Lodeo the pandemonium lord
329935 | Zig:21   | Noticed Puif Meo the pandemonium lord
329935 | Zig:21   | Noticed Erianocli the pandemonium lord
329935 | Zig:21   | Noticed Tesogel the pandemonium lord
329936 | Zig:21   | Killed Yten the pandemonium lord
329938 | Zig:21   | Killed Maemeota the pandemonium lord
329940 | Zig:21   | Killed Forha the pandemonium lord
329940 | Zig:21   | Killed Erianocli the pandemonium lord
329940 | Zig:21   | Killed Jaetidy the pandemonium lord
329940 | Zig:21   | Killed Niamn the pandemonium lord
329940 | Zig:21   | Killed Vidolust the pandemonium lord
329940 | Zig:21   | Killed Fies the pandemonium lord
329940 | Zig:21   | Killed Deerom the pandemonium lord
329942 | Zig:21   | Noticed Qaty the pandemonium lord
329942 | Zig:21   | Killed Ethrogao the pandemonium lord
329942 | Zig:21   | Killed Rupiang the pandemonium lord
329942 | Zig:21   | Killed Kuusm the pandemonium lord
329943 | Zig:21   | Noticed Hiohoud the pandemonium lord
329945 | Zig:21   | Noticed Kuirauw the pandemonium lord
329947 | Zig:21   | Noticed Qank the pandemonium lord
329947 | Zig:21   | Noticed Ucoemiot the pandemonium lord
329948 | Zig:21   | Noticed Ofyitoxiu the pandemonium lord
329949 | Zig:21   | Noticed Jiamekhe the pandemonium lord
329950 | Zig:21   | Noticed Donuj the pandemonium lord
329954 | Zig:21   | Killed Soklugh the pandemonium lord
329954 | Zig:21   | Killed Hiohoud the pandemonium lord
329956 | Zig:21   | Noticed Suthocw the pandemonium lord
329956 | Zig:21   | Killed Qaty the pandemonium lord
329957 | Zig:21   | Noticed Ynuolo the pandemonium lord
329957 | Zig:21   | Killed Ofyitoxiu the pandemonium lord
329958 | Zig:21   | Noticed Sycregg the pandemonium lord
329958 | Zig:21   | Noticed Ojuoh the pandemonium lord
329958 | Zig:21   | Killed Loodup Vuosk the pandemonium lord
329959 | Zig:21   | Noticed Ymmiojut the pandemonium lord
329960 | Zig:21   | Noticed Duifob the pandemonium lord
329960 | Zig:21   | Noticed Hackut the pandemonium lord
329964 | Zig:21   | Noticed Ikka the pandemonium lord
329964 | Zig:21   | Noticed Fehaz the pandemonium lord
329964 | Zig:21   | Killed Okhun the pandemonium lord
329964 | Zig:21   | Killed Puif Meo the pandemonium lord
329964 | Zig:21   | Killed Qaits the pandemonium lord
329965 | Zig:21   | Noticed Koabash the pandemonium lord
329965 | Zig:21   | Killed Ymmiojut the pandemonium lord
329966 | Zig:21   | Noticed Folarisa the pandemonium lord
329966 | Zig:21   | Killed Boakk the pandemonium lord
329967 | Zig:21   | Killed Tesogel the pandemonium lord
329967 | Zig:21   | Killed Ucoemiot the pandemonium lord
329967 | Zig:21   | Killed Inim the pandemonium lord
329967 | Zig:21   | Killed Kuirauw the pandemonium lord
329967 | Zig:21   | Killed Jiamekhe the pandemonium lord
329967 | Zig:21   | Killed Enusch the pandemonium lord
329967 | Zig:21   | Killed Sycregg the pandemonium lord
329967 | Zig:21   | Killed Leonke Vusk the pandemonium lord
329968 | Zig:21   | Noticed Veres the pandemonium lord
329968 | Zig:21   | Noticed Direecu the pandemonium lord
329968 | Zig:21   | Killed Ylieryxt the pandemonium lord
329968 | Zig:21   | Killed Duifob the pandemonium lord
329969 | Zig:21   | Noticed Biankits the pandemonium lord
329969 | Zig:21   | Noticed Qeegeilo the pandemonium lord
329969 | Zig:21   | Killed Erazam the pandemonium lord
329969 | Zig:21   | Killed Folarisa the pandemonium lord
329969 | Zig:21   | Killed Viynesu the pandemonium lord
329969 | Zig:21   | Killed Hackut the pandemonium lord
329970 | Zig:21   | Noticed Fesinish the pandemonium lord
329970 | Zig:21   | Noticed Feck the pandemonium lord
329970 | Zig:21   | Killed Suthocw the pandemonium lord
329970 | Zig:21   | Killed Ynuolo the pandemonium lord
329971 | Zig:21   | Killed Qank the pandemonium lord
329971 | Zig:21   | Killed Ojuoh the pandemonium lord
329975 | Zig:21   | Noticed Ijyv the pandemonium lord
329975 | Zig:21   | Killed Qeegeilo the pandemonium lord
329975 | Zig:21   | Killed Biankits the pandemonium lord
329976 | Zig:21   | Killed Koabash the pandemonium lord
329976 | Zig:21   | Killed Ikka the pandemonium lord
329977 | Zig:21   | Noticed Nysoawk the pandemonium lord
329977 | Zig:21   | Noticed Zodepuer the pandemonium lord
329977 | Zig:21   | Noticed Fuusykam the pandemonium lord
329979 | Zig:21   | Killed Donuj the pandemonium lord
329979 | Zig:21   | Killed Zodepuer the pandemonium lord
329979 | Zig:21   | Killed Veres the pandemonium lord
329980 | Zig:21   | Noticed Eblohoat the pandemonium lord
329980 | Zig:21   | Noticed Ukuis the pandemonium lord
329981 | Zig:21   | Noticed Ustote the pandemonium lord
329984 | Zig:21   | Noticed Oraghaf the pandemonium lord
329984 | Zig:21   | Killed Fehaz the pandemonium lord
329985 | Zig:21   | Noticed Obodemih the pandemonium lord
329985 | Zig:21   | Killed Ijyv the pandemonium lord
329987 | Zig:21   | Noticed Diubotam the pandemonium lord
329987 | Zig:21   | Killed Ukuis the pandemonium lord
329987 | Zig:21   | Killed Eblohoat the pandemonium lord
329987 | Zig:21   | Killed Feck the pandemonium lord
329987 | Zig:21   | Killed Fesinish the pandemonium lord
329988 | Zig:21   | Noticed Qacaaxo the pandemonium lord
329988 | Zig:21   | Killed Qacaaxo the pandemonium lord
329988 | Zig:21   | Killed Direecu the pandemonium lord
329988 | Zig:21   | Killed Obodemih the pandemonium lord
329988 | Zig:21   | Killed Ustote the pandemonium lord
329990 | Zig:21   | Noticed Bypn the pandemonium lord
329991 | Zig:21   | Noticed Yfolesta the pandemonium lord
329991 | Zig:21   | Noticed Kidowk the pandemonium lord
329992 | Zig:21   | Noticed Qeedudau the pandemonium lord
329992 | Zig:21   | Noticed Kosak the pandemonium lord
329993 | Zig:21   | Killed Oraghaf the pandemonium lord
329994 | Zig:21   | Noticed Astiudgh the pandemonium lord
329995 | Zig:21   | Noticed Neidonexua the pandemonium lord
329995 | Zig:21   | Noticed Cavvu the pandemonium lord
329996 | Zig:21   | Noticed Davase the pandemonium lord
329998 | Zig:21   | Noticed Ilumn the pandemonium lord
330000 | Zig:21   | Noticed Pumuvaku the pandemonium lord
330001 | Zig:21   | Killed Cavvu the pandemonium lord
330002 | Zig:21   | Noticed Didas the pandemonium lord
330002 | Zig:21   | Noticed Haucreh the pandemonium lord
330002 | Zig:21   | Noticed Edoros the pandemonium lord
330003 | Zig:21   | Noticed Kuptak the pandemonium lord
330003 | Zig:21   | Noticed Morchaedi the pandemonium lord
330003 | Zig:21   | Killed Kosak the pandemonium lord
330004 | Zig:21   | Killed Qeedudau the pandemonium lord
330004 | Zig:21   | Killed Pumuvaku the pandemonium lord
330004 | Zig:21   | Killed Fuusykam the pandemonium lord
330005 | Zig:21   | Killed Diubotam the pandemonium lord
330007 | Zig:21   | Noticed Byefum Apuh the pandemonium lord
330008 | Zig:21   | Noticed Zyamm the pandemonium lord
330008 | Zig:21   | Killed Morchaedi the pandemonium lord
330008 | Zig:21   | Killed Ilumn the pandemonium lord
330009 | Zig:21   | Noticed Zocinepicoff the pandemonium lord
330010 | Zig:21   | Killed Bypn the pandemonium lord
330010 | Zig:21   | Killed Kidowk the pandemonium lord
330010 | Zig:21   | Killed Didas the pandemonium lord
330010 | Zig:21   | Killed Haucreh the pandemonium lord
330010 | Zig:21   | Killed Nysoawk the pandemonium lord
330010 | Zig:21   | Killed Neidonexua the pandemonium lord
330010 | Zig:21   | Killed Edoros the pandemonium lord
330010 | Zig:21   | Killed Davase the pandemonium lord
330011 | Zig:21   | Noticed Doir the pandemonium lord
330012 | Zig:21   | Noticed Mouwit the pandemonium lord
330012 | Zig:21   | Noticed Goxap the pandemonium lord
330012 | Zig:21   | Killed Astiudgh the pandemonium lord
330012 | Zig:21   | Killed Yfolesta the pandemonium lord
330013 | Zig:21   | Noticed Coorr the pandemonium lord
330014 | Zig:21   | Killed Byefum Apuh the pandemonium lord
330014 | Zig:21   | Killed Zyamm the pandemonium lord
330015 | Zig:21   | Noticed Bokecs the pandemonium lord
330016 | Zig:21   | Noticed Edwebyit the pandemonium lord
330017 | Zig:21   | Killed Doir the pandemonium lord
330017 | Zig:21   | Killed Zocinepicoff the pandemonium lord
330017 | Zig:21   | Killed Goxap the pandemonium lord
330018 | Zig:21   | Noticed Jinoff the pandemonium lord
330018 | Zig:21   | Noticed Oficofo the pandemonium lord
330018 | Zig:21   | Killed Bokecs the pandemonium lord
330019 | Zig:21   | Noticed Huypruhi the pandemonium lord
330019 | Zig:21   | Noticed Plog the pandemonium lord
330020 | Zig:21   | Noticed Nasiq the pandemonium lord
330020 | Zig:21   | Noticed Ithriwif the pandemonium lord
330021 | Zig:21   | Noticed Tuguj the pandemonium lord
330021 | Zig:21   | Noticed Batach Uppe the pandemonium lord
330021 | Zig:21   | Killed Kuptak the pandemonium lord
330022 | Zig:21   | Noticed Vuscheuxi the pandemonium lord
330024 | Zig:21   | Killed Ithriwif the pandemonium lord
330028 | Zig:21   | Killed Oficofo the pandemonium lord
330028 | Zig:21   | Killed Huypruhi the pandemonium lord
330028 | Zig:21   | Killed Nasiq the pandemonium lord
330028 | Zig:21   | Killed Edwebyit the pandemonium lord
330028 | Zig:21   | Killed Coorr the pandemonium lord
330029 | Zig:21   | Noticed Calas the pandemonium lord
330031 | Zig:21   | Noticed Pyimo the pandemonium lord
330034 | Zig:21   | Noticed Istruuro the pandemonium lord
330034 | Zig:21   | Noticed Qassuts the pandemonium lord
330035 | Zig:21   | Noticed Biobb the pandemonium lord
330035 | Zig:21   | Killed Mouwit the pandemonium lord
330035 | Zig:21   | Killed Jinoff the pandemonium lord
330035 | Zig:21   | Killed Calas the pandemonium lord
330036 | Zig:21   | Killed Tuguj the pandemonium lord
330036 | Zig:21   | Killed Plog the pandemonium lord
330037 | Zig:21   | Killed Istruuro the pandemonium lord
330038 | Zig:21   | Noticed Salig the pandemonium lord
330038 | Zig:21   | Noticed Zyskevviri the pandemonium lord
330038 | Zig:21   | Killed Salig the pandemonium lord
330041 | Zig:21   | Killed Qassuts the pandemonium lord
330042 | Zig:21   | Noticed Biuciliw the pandemonium lord
330043 | Zig:21   | Killed Vuscheuxi the pandemonium lord
330044 | Zig:21   | Noticed Dehiuv the pandemonium lord
330045 | Zig:21   | Noticed Hotoras the pandemonium lord
330047 | Zig:21   | Killed Batach Uppe the pandemonium lord
330048 | Zig:21   | Killed Pyimo the pandemonium lord
330048 | Zig:21   | Killed Biobb the pandemonium lord
330049 | Zig:21   | Killed Biuciliw the pandemonium lord
330052 | Zig:21   | Killed Dehiuv the pandemonium lord
330052 | Zig:21   | Killed Zyskevviri the pandemonium lord
330058 | Zig:21   | Killed Hotoras the pandemonium lord
330164 | Zig:21   | Got a crude turquoise ring
330165 | Zig:21   | Identified the ring "Hekobber" {+Blink AC+4 Dex+3} (You found it on level 21 of a ziggurat)
330177 | Zig:21   | Got a scorched iron amulet
330178 | Zig:21   | Identified the amulet "Tarocann" {Faith Str+2} (You found it on level 21 of a ziggurat)
330355 | Zig:21   | Identified the +0 cloak of Weightlessness {rN+ Str+5 SInv Stlth+} (You found it on level 21 of a ziggurat)
330360 | Zig:21   | Identified the +0 pair of boots of the Grue {Int+5} (You found it on level 21 of a ziggurat)
330375 | Zig:22   | Entered Level 22 of a ziggurat
330505 | Zig:22   | Identified Sif Muna's Disquisition on Unholy Magic and the Frostbite
330508 | Zig:22   | Got a heavily runed ivory ring
330510 | Zig:22   | Identified the ring "Xouchah" {rPois rF++ rN++} (You found it on level 22 of a ziggurat)
330733 | Zig:23   | Entered Level 23 of a ziggurat
330820 | Zig:23   | Got a fine steel ring
330822 | Zig:23   | Identified the ring "Ocvimp" {rF+ Int+5} (You found it on level 23 of a ziggurat)
331257 | Zig:24   | Entered Level 24 of a ziggurat
331367 | Zig:24   | Got a heavily runed silver amulet
331368 | Zig:24   | Identified the amulet of Gilamee {Reflect rF- rN+ Dex+4 SH+5} (You found it on level 24 of a ziggurat)
331603 | Zig:24   | Got a clouded tin ring
331605 | Zig:24   | Identified the ring "Ojoavvo" {rC++ Str+4 Stlth-} (You found it on level 24 of a ziggurat)
331621 | Zig:24   | Identified the Compendium of Translocation
331658 | Zig:24   | Got a scintillating silver ring
331660 | Zig:24   | Identified the ring of Soul Qui {Ice Str+2 Int+2 Dex+6} (You found it on level 24 of a ziggurat)
331847 | Zig:25   | Entered Level 25 of a ziggurat
331958 | Zig:25   | Got a glittering jade amulet
331959 | Zig:25   | Identified the amulet of Charity {Faith +Blink} (You found it on level 25 of a ziggurat)
331969 | Zig:25   | Got a flickering steel ring
331971 | Zig:25   | Identified the ring "Peebogau" {Str+2 Int+4 Dex+3} (You found it on level 25 of a ziggurat)
331980 | Zig:25   | Got a slimy tin ring
331982 | Zig:25   | Identified the ring "Furgh" {rPois MR+ Int+2 Dex+4} (You found it on level 25 of a ziggurat)
331997 | Zig:25   | Got a steaming lead ring
331998 | Zig:25   | Identified the ring of Jeetiheo {Str+4 Int+4} (You found it on level 25 of a ziggurat)
332220 | Zig:25   | Got a crude golden amulet
332221 | Zig:25   | Identified the amulet of Eshec {RegenMP rPois MR++} (You found it on level 25 of a ziggurat)
332236 | Zig:25   | Got a shimmering tin amulet
332238 | Zig:25   | Identified the amulet of Piophe Etha {Regen+ Int+5 SInv} (You found it on level 25 of a ziggurat)
332242 | Zig:25   | Got a twitching bone amulet
332243 | Zig:25   | Identified the amulet "Diyq" {Gourm Str+3 Int+2} (You found it on level 25 of a ziggurat)
332248 | Zig:25   | Identified the Collected Works on Curses
332349 | Zig:25   | Identified the +2 pair of boots of the Morning Star {rElec rC- rN+} (You found it on level 25 of a ziggurat)
332376 | Zig:26   | Entered Level 26 of a ziggurat
332790 | Zig:26   | Got a scorched bronze ring
332791 | Zig:26   | Identified the ring of the Wild Haggis {*Tele rC+ Str+3 Int+3 Slay+3} (You found it on level 26 of a ziggurat)
332801 | Zig:26   | Got a smoking bronze amulet
332802 | Zig:26   | Identified the amulet "Rucec" {Faith Stlth+} (You found it on level 26 of a ziggurat)
332947 | Zig:27   | Entered Level 27 of a ziggurat
333014 | Zig:27   | Paralysed by a floating eye for 4 turns
333053 | Zig:27   | Got a steaming jade ring
333056 | Zig:27   | Identified the ring of Fesuf {MP+9 Str+6} (You found it on level 27 of a ziggurat)
333060 | Zig:27   | Identified the +0 pair of gloves "Boas" {Dex+2} (You found it on level 27 of a ziggurat)
333072 | Zig:27   | Got a glittering copper ring
333073 | Zig:27   | Identified the ring "Hugeaqum" {MR+ Dex+3} (You found it on level 27 of a ziggurat)
333082 | Zig:27   | Identified the Collected Works on Darkness
333305 | Zig:1    | Entered Level 1 of a ziggurat
333367 | Zig:2    | Entered Level 2 of a ziggurat
333459 | Zig:3    | Entered Level 3 of a ziggurat
333605 | Zig:4    | Entered Level 4 of a ziggurat
333605 | Zig:4    | Noticed Beucs the pandemonium lord
333605 | Zig:4    | Noticed Hyeki the pandemonium lord
333605 | Zig:4    | Noticed Gafu the pandemonium lord
333605 | Zig:4    | Noticed Ymoiheakh the pandemonium lord
333605 | Zig:4    | Noticed Qeam the pandemonium lord
333605 | Zig:4    | Noticed Yjuved the pandemonium lord
333605 | Zig:4    | Noticed Curo the pandemonium lord
333605 | Zig:4    | Noticed Miselag the pandemonium lord
333605 | Zig:4    | Noticed Cisoig the pandemonium lord
333605 | Zig:4    | Noticed Yschawou the pandemonium lord
333605 | Zig:4    | Noticed Joumik the pandemonium lord
333605 | Zig:4    | Noticed Gebiul the pandemonium lord
333605 | Zig:4    | Noticed Rennurch the pandemonium lord
333607 | Zig:4    | Noticed Paifoydgh the pandemonium lord
333609 | Zig:4    | Noticed Fecihu the pandemonium lord
333609 | Zig:4    | Killed Gebiul the pandemonium lord
333609 | Zig:4    | Killed Beucs the pandemonium lord
333609 | Zig:4    | Killed Hyeki the pandemonium lord
333609 | Zig:4    | Killed Rennurch the pandemonium lord
333609 | Zig:4    | Killed Yschawou the pandemonium lord
333610 | Zig:4    | Noticed Qacogois the pandemonium lord
333610 | Zig:4    | Killed Gafu the pandemonium lord
333611 | Zig:4    | Noticed Toissac the pandemonium lord
333611 | Zig:4    | Killed Joumik the pandemonium lord
333611 | Zig:4    | Killed Curo the pandemonium lord
333611 | Zig:4    | Killed Miselag the pandemonium lord
333612 | Zig:4    | Noticed Woatzoxo the pandemonium lord
333613 | Zig:4    | Noticed Qeodeoro the pandemonium lord
333615 | Zig:4    | Killed Toissac the pandemonium lord
333615 | Zig:4    | Killed Cisoig the pandemonium lord
333615 | Zig:4    | Killed Qeam the pandemonium lord
333615 | Zig:4    | Killed Qacogois the pandemonium lord
333615 | Zig:4    | Killed Ymoiheakh the pandemonium lord
333615 | Zig:4    | Killed Paifoydgh the pandemonium lord
333615 | Zig:4    | Killed Yjuved the pandemonium lord
333618 | Zig:4    | Killed Fecihu the pandemonium lord
333620 | Zig:4    | Noticed Zeerhaokk the pandemonium lord
333620 | Zig:4    | Noticed Vierarche the pandemonium lord
333621 | Zig:4    | Killed Vierarche the pandemonium lord
333621 | Zig:4    | Killed Qeodeoro the pandemonium lord
333627 | Zig:4    | Killed Zeerhaokk the pandemonium lord
333629 | Zig:4    | Killed Woatzoxo the pandemonium lord
333701 | Zig:5    | Entered Level 5 of a ziggurat
333806 | Zig:6    | Entered Level 6 of a ziggurat
333828 | Zig:6    | Identified the +0 pair of boots "Mopikhyi" {+Inv +Fly rC-} (You found it on level 6 of a ziggurat)
333830 | Zig:6    | Got a slimy ivory ring
333832 | Zig:6    | Identified the ring of Nups {Int+2 Dex+3 Stlth-} (You found it on level 6 of a ziggurat)
333880 | Zig:7    | Entered Level 7 of a ziggurat
334034 | Zig:8    | Entered Level 8 of a ziggurat
334056 | Zig:8    | Noticed Weskaem the pandemonium lord
334069 | Zig:8    | Killed Weskaem the pandemonium lord
334078 | Zig:8    | Identified the +3 broad axe "Nahudy" {freeze, Dex+4} (You found it on level 8 of a ziggurat)
334091 | Zig:8    | Got a steaming iron ring
334093 | Zig:8    | Identified the ring of Polytheism {rCorr rC- Dex+5} (You found it on level 8 of a ziggurat)
334147 | Zig:9    | Entered Level 9 of a ziggurat
334348 | Zig:10   | Entered Level 10 of a ziggurat
334451 | Zig:11   | Entered Level 11 of a ziggurat
334479 | Zig:11   | Got a glittering lapis lazuli ring
334481 | Zig:11   | Identified the ring "Kofeum" {rC+ MR- Str+2 Dex+7 Stlth-} (You found it on level 11 of a ziggurat)
334485 | Zig:11   | Got a scorched tin ring
334487 | Zig:11   | Identified the ring of Ifabur {MP+9 Dex+2} (You found it on level 11 of a ziggurat)
334501 | Zig:11   | Got a brightly glowing wooden ring
334502 | Zig:11   | Identified the ring of Xom's Best Wishes {rN++ Int+3 Stlth-} (You found it on level 11 of a ziggurat)
334506 | Zig:11   | Got a scorched copper ring
334507 | Zig:11   | Identified the ring "Irphor" {+Blink MR+} (You found it on level 11 of a ziggurat)
334510 | Zig:11   | Identified the Incunabulum of Evil Summoning
334622 | Zig:12   | Entered Level 12 of a ziggurat
334655 | Zig:12   | Noticed Donwips the pandemonium lord
334661 | Zig:12   | Killed Donwips the pandemonium lord
334685 | Zig:12   | Got a coiled platinum ring
334687 | Zig:12   | Identified the ring "Rik Yrih" {Wiz Str-3 Int+8 Slay+2} (You found it on level 12 of a ziggurat)
334701 | Zig:12   | Got a flickering diamond amulet
334702 | Zig:12   | Identified the amulet "Budghunli" {Spirit rPois Int+3} (You found it on level 12 of a ziggurat)
334768 | Zig:12   | Identified the cursed +0 pair of gloves "Fexzutir" {-Cast Str+3 Int+4} (You found it on level 12 of a ziggurat)
334780 | Zig:13   | Entered Level 13 of a ziggurat
334804 | Zig:13   | Noticed Kadica the pandemonium lord
334826 | Zig:13   | Killed Kadica the pandemonium lord
334864 | Zig:13   | Got a faintly glowing granite ring
334866 | Zig:13   | Identified the ring of Aneobohe {rN+ Dex+6 Stlth+} (You found it on level 13 of a ziggurat)
334870 | Zig:13   | Got a faintly glowing tin ring
334871 | Zig:13   | Identified the ring of Xovohemn {rCorr rElec Int+6 Dex-5} (You found it on level 13 of a ziggurat)
334970 | Zig:14   | Entered Level 14 of a ziggurat
334987 | Zig:14   | Paralysed by a floating eye for 2 turns
335062 | Zig:15   | Entered Level 15 of a ziggurat
335137 | Zig:15   | Got a scintillating silver amulet
335138 | Zig:15   | Identified the amulet of Unamagak {Faith rElec} (You found it on level 15 of a ziggurat)
335154 | Zig:15   | Identified the Collected Works on Combat Magic and Translocation
335241 | Zig:16   | Entered Level 16 of a ziggurat
335241 | Zig:16   | Noticed a greater mummy
335241 | Zig:16   | Noticed a greater mummy
335241 | Zig:16   | Noticed a greater mummy
335241 | Zig:16   | Noticed a greater mummy
335241 | Zig:16   | Noticed a greater mummy
335244 | Zig:16   | Noticed a greater mummy
335244 | Zig:16   | Noticed a greater mummy
335246 | Zig:16   | Killed a greater mummy
335246 | Zig:16   | Killed a greater mummy
335246 | Zig:16   | Killed a greater mummy
335246 | Zig:16   | Killed a greater mummy
335247 | Zig:16   | Noticed a greater mummy
335248 | Zig:16   | Killed a greater mummy
335249 | Zig:16   | Noticed a greater mummy
335249 | Zig:16   | Noticed a greater mummy
335249 | Zig:16   | Noticed a greater mummy
335249 | Zig:16   | Killed a greater mummy
335250 | Zig:16   | Noticed a greater mummy
335250 | Zig:16   | Noticed a greater mummy
335250 | Zig:16   | Noticed a greater mummy
335250 | Zig:16   | Noticed a greater mummy
335251 | Zig:16   | Noticed a greater mummy
335251 | Zig:16   | Noticed a greater mummy
335252 | Zig:16   | Killed a greater mummy
335252 | Zig:16   | Killed a greater mummy
335253 | Zig:16   | Noticed a greater mummy
335253 | Zig:16   | Noticed a greater mummy
335254 | Zig:16   | Noticed a greater mummy
335254 | Zig:16   | Noticed a greater mummy
335254 | Zig:16   | Killed a greater mummy
335254 | Zig:16   | Killed a greater mummy
335254 | Zig:16   | Killed a greater mummy
335254 | Zig:16   | Killed a greater mummy
335255 | Zig:16   | Noticed a greater mummy
335255 | Zig:16   | Killed a greater mummy
335256 | Zig:16   | Noticed a greater mummy
335256 | Zig:16   | Killed a greater mummy
335256 | Zig:16   | Killed a greater mummy
335256 | Zig:16   | Killed a greater mummy
335256 | Zig:16   | Killed a greater mummy
335256 | Zig:16   | Killed a greater mummy
335257 | Zig:16   | Noticed a greater mummy
335258 | Zig:16   | Noticed a greater mummy
335258 | Zig:16   | Noticed a greater mummy
335259 | Zig:16   | Killed a greater mummy
335259 | Zig:16   | Killed a greater mummy
335259 | Zig:16   | Killed a greater mummy
335259 | Zig:16   | Killed a greater mummy
335260 | Zig:16   | Killed a greater mummy
335261 | Zig:16   | Killed a greater mummy
335262 | Zig:16   | Killed a greater mummy
335263 | Zig:16   | Killed a greater mummy
335285 | Zig:16   | Got a steaming granite ring
335287 | Zig:16   | Identified the ring of Voti {rElec rN+ Int+2 Slay-4 Stlth-} (You found it on level 16 of a ziggurat)
335293 | Zig:16   | Identified the +2 pair of gloves of Apaff {+Inv Str+5} (You found it on level 16 of a ziggurat)
335313 | Zig:16   | Got a slimy silver ring
335314 | Zig:16   | Identified the ring of Tuvvelut {rN++ Str-3 Dex+7 Stlth-} (You found it on level 16 of a ziggurat)
335355 | Zig:17   | Entered Level 17 of a ziggurat
335383 | Zig:17   | Identified the +2 helmet of the Skies Above {Int+3} (You found it on level 17 of a ziggurat)
335387 | Zig:17   | Got a flickering steel ring
335389 | Zig:17   | Identified the ring of Ylos Feu {rF+ Stlth+} (You found it on level 17 of a ziggurat)
335460 | Zig:17   | Identified the Reference Book on Helpful Cold
335557 | Zig:17   | Identified Look's Tome of Ignition
335566 | Zig:18   | Entered Level 18 of a ziggurat
335648 | Zig:18   | Got an ancient ruby amulet
335649 | Zig:18   | Identified the amulet of Conflict {Inacc rF+ MP+9 Int-4} (You found it on level 18 of a ziggurat)
335773 | Zig:18   | Got a heavily runed golden amulet
335774 | Zig:18   | Identified the amulet "Ropt" {RegenMP rElec MR+ Str-3} (You found it on level 18 of a ziggurat)
335857 | Zig:19   | Entered Level 19 of a ziggurat
335857 | Zig:19   | Noticed a greater mummy
335857 | Zig:19   | Noticed a greater mummy
335857 | Zig:19   | Noticed a greater mummy
335857 | Zig:19   | Noticed a greater mummy
335857 | Zig:19   | Noticed a greater mummy
335857 | Zig:19   | Noticed a greater mummy
335857 | Zig:19   | Noticed a greater mummy
335857 | Zig:19   | Noticed a greater mummy
335860 | Zig:19   | Killed a greater mummy
335860 | Zig:19   | Killed a greater mummy
335861 | Zig:19   | Noticed a greater mummy
335861 | Zig:19   | Killed a greater mummy
335862 | Zig:19   | Killed a greater mummy
335862 | Zig:19   | Killed a greater mummy
335863 | Zig:19   | Noticed a greater mummy
335863 | Zig:19   | Noticed a greater mummy
335863 | Zig:19   | Killed a greater mummy
335863 | Zig:19   | Killed a greater mummy
335864 | Zig:19   | Noticed a greater mummy
335864 | Zig:19   | Noticed a greater mummy
335864 | Zig:19   | Killed a greater mummy
335866 | Zig:19   | Noticed a greater mummy
335866 | Zig:19   | Noticed a greater mummy
335866 | Zig:19   | Noticed a greater mummy
335867 | Zig:19   | Noticed a greater mummy
335867 | Zig:19   | Noticed a greater mummy
335867 | Zig:19   | Noticed a greater mummy
335867 | Zig:19   | Noticed a greater mummy
335867 | Zig:19   | Noticed a greater mummy
335868 | Zig:19   | Killed a greater mummy
335868 | Zig:19   | Killed a greater mummy
335869 | Zig:19   | Noticed a greater mummy
335869 | Zig:19   | Noticed a greater mummy
335869 | Zig:19   | Killed a greater mummy
335870 | Zig:19   | Killed a greater mummy
335870 | Zig:19   | Killed a greater mummy
335870 | Zig:19   | Killed a greater mummy
335871 | Zig:19   | Noticed a greater mummy
335871 | Zig:19   | Noticed a greater mummy
335871 | Zig:19   | Noticed a greater mummy
335871 | Zig:19   | Killed a greater mummy
335871 | Zig:19   | Killed a greater mummy
335871 | Zig:19   | Killed a greater mummy
335871 | Zig:19   | Killed a greater mummy
335871 | Zig:19   | Killed a greater mummy
335872 | Zig:19   | Killed a greater mummy
335872 | Zig:19   | Killed a greater mummy
335873 | Zig:19   | Noticed a greater mummy
335873 | Zig:19   | Noticed a greater mummy
335873 | Zig:19   | Noticed a greater mummy
335873 | Zig:19   | Noticed a greater mummy
335874 | Zig:19   | Noticed a greater mummy
335874 | Zig:19   | Noticed a greater mummy
335875 | Zig:19   | Noticed a greater mummy
335875 | Zig:19   | Killed a greater mummy
335875 | Zig:19   | Killed a greater mummy
335875 | Zig:19   | Killed a greater mummy
335875 | Zig:19   | Killed a greater mummy
335875 | Zig:19   | Killed a greater mummy
335876 | Zig:19   | Killed a greater mummy
335877 | Zig:19   | Killed a greater mummy
335877 | Zig:19   | Killed a greater mummy
335877 | Zig:19   | Killed a greater mummy
335877 | Zig:19   | Killed a greater mummy
335878 | Zig:19   | Noticed a greater mummy
335878 | Zig:19   | Killed a greater mummy
335879 | Zig:19   | Killed a greater mummy
335882 | Zig:19   | Killed a greater mummy
335895 | Zig:19   | Got a heavily runed ruby amulet
335896 | Zig:19   | Identified the amulet "Ihol" {RegenMP rF+} (You found it on level 19 of a ziggurat)
335986 | Zig:20   | Entered Level 20 of a ziggurat
336014 | Zig:20   | Paralysed by a floating eye for 3 turns
336024 | Zig:20   | Got a glittering bronze amulet
336037 | Zig:20   | Got a warped brass ring
336039 | Zig:20   | Identified the ring of Oqaumuc {Wiz Slay+2} (You found it on level 20 of a ziggurat)
336064 | Zig:20   | Got a faintly glowing marble ring
336065 | Zig:20   | Identified the ring "Liomoxets" {-Tele +Inv MR+ Int+4} (You found it on level 20 of a ziggurat)
336122 | Zig:21   | Entered Level 21 of a ziggurat
336122 | Zig:21   | Noticed an ancient lich
336122 | Zig:21   | Noticed an ancient lich
336122 | Zig:21   | Noticed an ancient lich
336122 | Zig:21   | Noticed an ancient lich
336122 | Zig:21   | Noticed an ancient lich
336122 | Zig:21   | Noticed an ancient lich
336123 | Zig:21   | Noticed an ancient lich
336124 | Zig:21   | Noticed an ancient lich
336124 | Zig:21   | Noticed an ancient lich
336125 | Zig:21   | Noticed an ancient lich
336125 | Zig:21   | Killed an ancient lich
336126 | Zig:21   | Killed an ancient lich
336126 | Zig:21   | Killed an ancient lich
336126 | Zig:21   | Killed an ancient lich
336126 | Zig:21   | Killed an ancient lich
336127 | Zig:21   | Noticed an ancient lich
336127 | Zig:21   | Noticed an ancient lich
336127 | Zig:21   | Noticed an ancient lich
336127 | Zig:21   | Killed an ancient lich
336127 | Zig:21   | Killed an ancient lich
336128 | Zig:21   | Noticed an ancient lich
336129 | Zig:21   | Noticed an ancient lich
336129 | Zig:21   | Noticed an ancient lich
336129 | Zig:21   | Killed an ancient lich
336129 | Zig:21   | Killed an ancient lich
336130 | Zig:21   | Noticed an ancient lich
336131 | Zig:21   | Noticed an ancient lich
336131 | Zig:21   | Noticed an ancient lich
336131 | Zig:21   | Noticed an ancient lich
336131 | Zig:21   | Noticed an ancient lich
336131 | Zig:21   | Noticed an ancient lich
336132 | Zig:21   | Noticed an ancient lich
336132 | Zig:21   | Noticed an ancient lich
336132 | Zig:21   | Killed an ancient lich
336132 | Zig:21   | Killed an ancient lich
336132 | Zig:21   | Killed an ancient lich
336132 | Zig:21   | Killed an ancient lich
336132 | Zig:21   | Killed an ancient lich
336132 | Zig:21   | Killed an ancient lich
336132 | Zig:21   | Killed an ancient lich
336132 | Zig:21   | Killed an ancient lich
336132 | Zig:21   | Killed an ancient lich
336132 | Zig:21   | Killed an ancient lich
336133 | Zig:21   | Noticed an ancient lich
336133 | Zig:21   | Noticed an ancient lich
336133 | Zig:21   | Killed an ancient lich
336133 | Zig:21   | Killed an ancient lich
336133 | Zig:21   | Killed an ancient lich
336133 | Zig:21   | Killed an ancient lich
336133 | Zig:21   | Killed an ancient lich
336135 | Zig:21   | Noticed an ancient lich
336136 | Zig:21   | Noticed an ancient lich
336136 | Zig:21   | Killed an ancient lich
336137 | Zig:21   | Noticed an ancient lich
336137 | Zig:21   | Killed an ancient lich
336138 | Zig:21   | Noticed an ancient lich
336138 | Zig:21   | Killed an ancient lich
336139 | Zig:21   | Noticed an ancient lich
336139 | Zig:21   | Noticed an ancient lich
336139 | Zig:21   | Killed an ancient lich
336140 | Zig:21   | Noticed an ancient lich
336140 | Zig:21   | Noticed an ancient lich
336140 | Zig:21   | Noticed an ancient lich
336140 | Zig:21   | Noticed an ancient lich
336140 | Zig:21   | Noticed an ancient lich
336140 | Zig:21   | Noticed an ancient lich
336140 | Zig:21   | Noticed an ancient lich
336141 | Zig:21   | Killed an ancient lich
336141 | Zig:21   | Killed an ancient lich
336141 | Zig:21   | Killed an ancient lich
336141 | Zig:21   | Killed an ancient lich
336141 | Zig:21   | Killed an ancient lich
336141 | Zig:21   | Killed an ancient lich
336142 | Zig:21   | Noticed an ancient lich
336142 | Zig:21   | Noticed an ancient lich
336142 | Zig:21   | Noticed an ancient lich
336142 | Zig:21   | Noticed an ancient lich
336142 | Zig:21   | Noticed an ancient lich
336143 | Zig:21   | Killed an ancient lich
336144 | Zig:21   | Killed an ancient lich
336144 | Zig:21   | Killed an ancient lich
336145 | Zig:21   | Noticed an ancient lich
336145 | Zig:21   | Killed an ancient lich
336145 | Zig:21   | Killed an ancient lich
336146 | Zig:21   | Noticed an ancient lich
336146 | Zig:21   | Killed an ancient lich
336146 | Zig:21   | Killed an ancient lich
336146 | Zig:21   | Killed an ancient lich
336147 | Zig:21   | Noticed an ancient lich
336147 | Zig:21   | Killed an ancient lich
336148 | Zig:21   | Noticed an ancient lich
336148 | Zig:21   | Noticed an ancient lich
336148 | Zig:21   | Noticed an ancient lich
336148 | Zig:21   | Killed an ancient lich
336148 | Zig:21   | Killed an ancient lich
336150 | Zig:21   | Noticed an ancient lich
336151 | Zig:21   | Killed an ancient lich
336151 | Zig:21   | Killed an ancient lich
336151 | Zig:21   | Killed an ancient lich
336151 | Zig:21   | Killed an ancient lich
336153 | Zig:21   | Killed an ancient lich
336154 | Zig:21   | Killed an ancient lich
336157 | Zig:21   | Identified the Reference Book on Scorching Protection
336159 | Zig:21   | Identified Offi's Disquisition on Changing and Heat
336191 | Zig:21   | Identified the Collected Works on Enchanting Flames
336197 | Zig:21   | Got a faintly glowing crystal amulet
336198 | Zig:21   | Identified the amulet of Sin {MR+ Regen+ Str-5 SInv} (You found it on level 21 of a ziggurat)
336310 | Zig:21   | Got a transparent lead amulet
336311 | Zig:21   | Identified the amulet of Aguemellu {Reflect rElec MR+ Dex+4 SH+4 SInv} (You found it on level 21 of a ziggurat)
336313 | Zig:21   | Got a glittering iron ring
336314 | Zig:21   | Identified the ring "Pantorue" {rCorr Stlth+} (You found it on level 21 of a ziggurat)
336341 | Zig:21   | Identified the Almanac of Weightlessness and the Oath
336347 | Zig:22   | Entered Level 22 of a ziggurat
336388 | Zig:22   | Got an ancient golden ring
336389 | Zig:22   | Identified the ring "Jafrezuo" {+Blink +Fly rF+++ rC- SInv} (You found it on level 22 of a ziggurat)
336485 | Zig:22   | Got a glittering brass ring
336486 | Zig:22   | Identified the ring of Serendipity {rElec rPois Str+4} (You found it on level 22 of a ziggurat)
336494 | Zig:22   | Got a clouded amethyst amulet
336495 | Zig:22   | Identified the amulet of Zyk Tuag {Spirit MR+ Stlth+} (You found it on level 22 of a ziggurat)
336500 | Zig:22   | Got a steaming garnet amulet
336501 | Zig:22   | Identified the amulet of Qesynes {+Rage rPois Str-5 Int+6 Slay-3} (You found it on level 22 of a ziggurat)
336545 | Zig:23   | Entered Level 23 of a ziggurat
336682 | Zig:23   | Got a crude silver ring
336684 | Zig:23   | Identified the ring "Kuoj" {rPois Str+2} (You found it on level 23 of a ziggurat)
336689 | Zig:23   | Got a faintly glowing amber ring
336690 | Zig:23   | Identified the ring of Idealism {Dex+2 Slay+3 Stlth+} (You found it on level 23 of a ziggurat)
336707 | Zig:23   | Got a flickering lapis lazuli ring
336710 | Zig:23   | Identified the ring "Puschux Lexe" {rCorr rC- Dex+5} (You found it on level 23 of a ziggurat)
336736 | Zig:23   | Got a sparkling graven amulet
336738 | Zig:23   | Identified the amulet "Uddumuj" {Harm *Drain rC+++ MP-9 Str+6 Int-4} (You found it on level 23 of a ziggurat)
336889 | Zig:24   | Entered Level 24 of a ziggurat
336927 | Zig:24   | Identified the Reference Book on the Voyage
336937 | Zig:24   | Identified the +0 pair of gloves "Zipit" {rC+ rN++ Str-4} (You found it on level 24 of a ziggurat)
336938 | Zig:24   | Identified the amulet of Vulaf {Reflect -Tele rElec rN++ Dex+8 SH+3} (You found it on level 20 of a ziggurat)
336940 | Zig:24   | Got a heavily runed turquoise ring
336942 | Zig:24   | Identified the ring "Junn" {rElec MR+ Int+2 Dex+2} (You found it on level 24 of a ziggurat)
337083 | Zig:24   | Got a scintillating emerald amulet
337084 | Zig:24   | Identified the amulet of Fuuq Baodycw {Harm *Drain *Slow rPois rF+ Dex+3} (You found it on level 24 of a ziggurat)
337101 | Zig:24   | Identified the Guide on the Glacier
337216 | Zig:24   | Identified the +10 broad axe of the Inquisitive Nights {drain, rC+ MR- Str+4 Stlth+} (You found it on level 24 of a ziggurat)
337232 | Zig:25   | Entered Level 25 of a ziggurat
337232 | Zig:25   | Noticed a juggernaut
337232 | Zig:25   | Noticed a juggernaut
337232 | Zig:25   | Noticed a juggernaut
337232 | Zig:25   | Noticed a juggernaut
337232 | Zig:25   | Noticed a juggernaut
337232 | Zig:25   | Noticed a juggernaut
337232 | Zig:25   | Noticed a juggernaut
337235 | Zig:25   | Noticed a juggernaut
337235 | Zig:25   | Noticed a juggernaut
337235 | Zig:25   | Noticed a juggernaut
337235 | Zig:25   | Noticed a juggernaut
337235 | Zig:25   | Noticed a juggernaut
337240 | Zig:25   | Killed a juggernaut
337240 | Zig:25   | Killed a juggernaut
337240 | Zig:25   | Killed a juggernaut
337240 | Zig:25   | Killed a juggernaut
337240 | Zig:25   | Killed a juggernaut
337240 | Zig:25   | Killed a juggernaut
337240 | Zig:25   | Killed a juggernaut
337240 | Zig:25   | Killed a juggernaut
337240 | Zig:25   | Killed a juggernaut
337240 | Zig:25   | Killed a juggernaut
337240 | Zig:25   | Killed a juggernaut
337241 | Zig:25   | Noticed a juggernaut
337241 | Zig:25   | Noticed a juggernaut
337241 | Zig:25   | Killed a juggernaut
337242 | Zig:25   | Noticed a juggernaut
337242 | Zig:25   | Noticed a juggernaut
337243 | Zig:25   | Noticed a juggernaut
337243 | Zig:25   | Noticed a juggernaut
337244 | Zig:25   | Noticed a juggernaut
337246 | Zig:25   | Noticed a juggernaut
337248 | Zig:25   | Noticed a juggernaut
337249 | Zig:25   | Noticed a juggernaut
337253 | Zig:25   | Noticed a juggernaut
337253 | Zig:25   | Killed a juggernaut
337253 | Zig:25   | Killed a juggernaut
337254 | Zig:25   | Noticed a juggernaut
337254 | Zig:25   | Noticed a juggernaut
337255 | Zig:25   | Noticed a juggernaut
337255 | Zig:25   | Killed a juggernaut
337256 | Zig:25   | Noticed a juggernaut
337256 | Zig:25   | Killed a juggernaut
337256 | Zig:25   | Killed a juggernaut
337256 | Zig:25   | Killed a juggernaut
337256 | Zig:25   | Killed a juggernaut
337256 | Zig:25   | Killed a juggernaut
337256 | Zig:25   | Killed a juggernaut
337256 | Zig:25   | Killed a juggernaut
337257 | Zig:25   | Noticed a juggernaut
337257 | Zig:25   | Noticed a juggernaut
337257 | Zig:25   | Noticed a juggernaut
337258 | Zig:25   | Noticed a juggernaut
337258 | Zig:25   | Killed a juggernaut
337260 | Zig:25   | Noticed a juggernaut
337260 | Zig:25   | Noticed a juggernaut
337261 | Zig:25   | Noticed a juggernaut
337262 | Zig:25   | Noticed a juggernaut
337262 | Zig:25   | Killed a juggernaut
337262 | Zig:25   | Killed a juggernaut
337262 | Zig:25   | Killed a juggernaut
337262 | Zig:25   | Killed a juggernaut
337262 | Zig:25   | Killed a juggernaut
337262 | Zig:25   | Killed a juggernaut
337262 | Zig:25   | Killed a juggernaut
337262 | Zig:25   | Killed a juggernaut
337262 | Zig:25   | Killed a juggernaut
337262 | Zig:25   | Killed a juggernaut
337263 | Zig:25   | Noticed a juggernaut
337263 | Zig:25   | Noticed a juggernaut
337263 | Zig:25   | Noticed a juggernaut
337263 | Zig:25   | Noticed a juggernaut
337263 | Zig:25   | Noticed a juggernaut
337263 | Zig:25   | Noticed a juggernaut
337266 | Zig:25   | Noticed a juggernaut
337266 | Zig:25   | Noticed a juggernaut
337267 | Zig:25   | Noticed a juggernaut
337267 | Zig:25   | Noticed a juggernaut
337268 | Zig:25   | Noticed a juggernaut
337269 | Zig:25   | Noticed a juggernaut
337269 | Zig:25   | Noticed a juggernaut
337269 | Zig:25   | Killed a juggernaut
337269 | Zig:25   | Killed a juggernaut
337269 | Zig:25   | Killed a juggernaut
337269 | Zig:25   | Killed a juggernaut
337269 | Zig:25   | Killed a juggernaut
337269 | Zig:25   | Killed a juggernaut
337269 | Zig:25   | Killed a juggernaut
337269 | Zig:25   | Killed a juggernaut
337269 | Zig:25   | Killed a juggernaut
337269 | Zig:25   | Killed a juggernaut
337269 | Zig:25   | Killed a juggernaut
337269 | Zig:25   | Killed a juggernaut
337270 | Zig:25   | Noticed a juggernaut
337270 | Zig:25   | Noticed a juggernaut
337270 | Zig:25   | Noticed a juggernaut
337270 | Zig:25   | Noticed a juggernaut
337270 | Zig:25   | Noticed a juggernaut
337270 | Zig:25   | Noticed a juggernaut
337270 | Zig:25   | Noticed a juggernaut
337270 | Zig:25   | Noticed a juggernaut
337271 | Zig:25   | Noticed a juggernaut
337271 | Zig:25   | Noticed a juggernaut
337271 | Zig:25   | Noticed a juggernaut
337272 | Zig:25   | Noticed a juggernaut
337274 | Zig:25   | Noticed a juggernaut
337275 | Zig:25   | Noticed a juggernaut
337275 | Zig:25   | Noticed a juggernaut
337275 | Zig:25   | Killed a juggernaut
337276 | Zig:25   | Noticed a juggernaut
337276 | Zig:25   | Noticed a juggernaut
337279 | Zig:25   | Killed a juggernaut
337279 | Zig:25   | Killed a juggernaut
337279 | Zig:25   | Killed a juggernaut
337279 | Zig:25   | Killed a juggernaut
337279 | Zig:25   | Killed a juggernaut
337279 | Zig:25   | Killed a juggernaut
337279 | Zig:25   | Killed a juggernaut
337279 | Zig:25   | Killed a juggernaut
337279 | Zig:25   | Killed a juggernaut
337279 | Zig:25   | Killed a juggernaut
337279 | Zig:25   | Killed a juggernaut
337279 | Zig:25   | Killed a juggernaut
337279 | Zig:25   | Killed a juggernaut
337279 | Zig:25   | Killed a juggernaut
337280 | Zig:25   | Noticed a juggernaut
337280 | Zig:25   | Noticed a juggernaut
337280 | Zig:25   | Noticed a juggernaut
337283 | Zig:25   | Noticed a juggernaut
337284 | Zig:25   | Noticed a juggernaut
337285 | Zig:25   | Noticed a juggernaut
337286 | Zig:25   | Noticed a juggernaut
337287 | Zig:25   | Killed a juggernaut
337290 | Zig:25   | Killed a juggernaut
337290 | Zig:25   | Killed a juggernaut
337290 | Zig:25   | Killed a juggernaut
337290 | Zig:25   | Killed a juggernaut
337290 | Zig:25   | Killed a juggernaut
337290 | Zig:25   | Killed a juggernaut
337290 | Zig:25   | Killed a juggernaut
337290 | Zig:25   | Killed a juggernaut
337290 | Zig:25   | Killed a juggernaut
337291 | Zig:25   | Noticed a juggernaut
337292 | Zig:25   | Noticed a juggernaut
337299 | Zig:25   | Killed a juggernaut
337299 | Zig:25   | Killed a juggernaut
337299 | Zig:25   | Killed a juggernaut
337299 | Zig:25   | Killed a juggernaut
337300 | Zig:25   | Noticed a juggernaut
337300 | Zig:25   | Noticed a juggernaut
337300 | Zig:25   | Noticed a juggernaut
337301 | Zig:25   | Noticed a juggernaut
337303 | Zig:25   | Noticed a juggernaut
337305 | Zig:25   | Noticed a juggernaut
337309 | Zig:25   | Killed a juggernaut
337309 | Zig:25   | Killed a juggernaut
337309 | Zig:25   | Killed a juggernaut
337309 | Zig:25   | Killed a juggernaut
337309 | Zig:25   | Killed a juggernaut
337309 | Zig:25   | Killed a juggernaut
337368 | Zig:25   | Got a brightly glowing garnet amulet
337369 | Zig:25   | Identified the amulet "Wigetial" {Spirit +Blink rElec MR+} (You found it on level 25 of a ziggurat)
337372 | Zig:25   | Got a shimmering wooden ring
337373 | Zig:25   | Identified the ring of Hiti Yky {Wiz +Inv rElec rN++} (You found it on level 25 of a ziggurat)
337392 | Zig:25   | Got a bound silver ring
337393 | Zig:25   | Identified the ring "Vyzedd" {MR+ Stlth+} (You found it on level 25 of a ziggurat)
337464 | Zig:25   | Got a coiled lead ring
337465 | Zig:25   | Identified the ring "Vuing" {*Tele Int+4} (You found it on level 25 of a ziggurat)
337482 | Zig:25   | Got a faintly glowing steel ring
337483 | Zig:25   | Identified the ring of Acuph {Ice Str+5 Dex-5} (You found it on level 25 of a ziggurat)
337598 | Zig:25   | Identified the cursed +0 pair of gloves of Fashionability {rC+} (You found it on level 25 of a ziggurat)
337613 | Zig:26   | Entered Level 26 of a ziggurat
337728 | Zig:26   | Got a faintly glowing golden ring
337730 | Zig:26   | Identified the ring "Varuemot" {Ice rN+ Dex+4} (You found it on level 26 of a ziggurat)
337836 | Zig:26   | Identified the +5 large shield of Inucuotu {rCorr Str+4} (You took it off a daeva on level 26 of a ziggurat)
337840 | Zig:26   | Identified the +2 large shield "Duipreim" {Int+6} (You took it off a daeva on level 26 of a ziggurat)
337844 | Zig:26   | Identified the +0 large shield "Ziegamog" {rC- rN+ Regen+ rCorr Dex+3} (You took it off a daeva on level 26 of a ziggurat)
337848 | Zig:26   | Identified the cursed +0 large shield "Udul" {Dex+7} (You took it off a daeva on level 26 of a ziggurat)
337853 | Zig:26   | Identified the cursed -7 large shield "Piuteull" {Dex+4} (You took it off a daeva on level 26 of a ziggurat)
337855 | Zig:26   | Identified the +0 large shield "Koxympeb" {rC+} (You took it off a daeva on level 26 of a ziggurat)
337858 | Zig:26   | Identified the +7 large shield of the Thirsty Ships {rF+ rN+ Int+2} (You took it off a daeva on level 26 of a ziggurat)
337936 | Zig:27   | Entered Level 27 of a ziggurat
337936 | Zig:27   | Noticed an ancient lich
337936 | Zig:27   | Noticed an ancient lich
337936 | Zig:27   | Noticed an ancient lich
337936 | Zig:27   | Noticed an ancient lich
337936 | Zig:27   | Noticed an ancient lich
337936 | Zig:27   | Noticed an ancient lich
337936 | Zig:27   | Noticed an ancient lich
337936 | Zig:27   | Noticed an ancient lich
337937 | Zig:27   | Killed an ancient lich
337937 | Zig:27   | Killed an ancient lich
337937 | Zig:27   | Killed an ancient lich
337937 | Zig:27   | Killed an ancient lich
337937 | Zig:27   | Killed an ancient lich
337939 | Zig:27   | Noticed an ancient lich
337940 | Zig:27   | Killed an ancient lich
337940 | Zig:27   | Killed an ancient lich
337941 | Zig:27   | Noticed an ancient lich
337941 | Zig:27   | Noticed an ancient lich
337941 | Zig:27   | Noticed an ancient lich
337941 | Zig:27   | Killed an ancient lich
337941 | Zig:27   | Killed an ancient lich
337942 | Zig:27   | Noticed an ancient lich
337942 | Zig:27   | Noticed an ancient lich
337942 | Zig:27   | Noticed an ancient lich
337943 | Zig:27   | Noticed an ancient lich
337943 | Zig:27   | Noticed an ancient lich
337944 | Zig:27   | Noticed an ancient lich
337944 | Zig:27   | Noticed an ancient lich
337944 | Zig:27   | Noticed an ancient lich
337945 | Zig:27   | Noticed an ancient lich
337945 | Zig:27   | Noticed an ancient lich
337946 | Zig:27   | Noticed an ancient lich
337946 | Zig:27   | Noticed an ancient lich
337946 | Zig:27   | Killed an ancient lich
337946 | Zig:27   | Killed an ancient lich
337946 | Zig:27   | Killed an ancient lich
337946 | Zig:27   | Killed an ancient lich
337946 | Zig:27   | Killed an ancient lich
337946 | Zig:27   | Killed an ancient lich
337946 | Zig:27   | Killed an ancient lich
337946 | Zig:27   | Killed an ancient lich
337946 | Zig:27   | Killed an ancient lich
337946 | Zig:27   | Killed an ancient lich
337946 | Zig:27   | Killed an ancient lich
337946 | Zig:27   | Killed an ancient lich
337946 | Zig:27   | Killed an ancient lich
337947 | Zig:27   | Noticed an ancient lich
337949 | Zig:27   | Noticed an ancient lich
337949 | Zig:27   | Killed an ancient lich
337949 | Zig:27   | Killed an ancient lich
337950 | Zig:27   | Noticed an ancient lich
337951 | Zig:27   | Noticed an ancient lich
337952 | Zig:27   | Noticed an ancient lich
337952 | Zig:27   | Noticed an ancient lich
337952 | Zig:27   | Noticed an ancient lich
337952 | Zig:27   | Killed an ancient lich
337953 | Zig:27   | Noticed an ancient lich
337953 | Zig:27   | Noticed an ancient lich
337953 | Zig:27   | Noticed an ancient lich
337953 | Zig:27   | Noticed an ancient lich
337953 | Zig:27   | Noticed an ancient lich
337953 | Zig:27   | Killed an ancient lich
337953 | Zig:27   | Killed an ancient lich
337953 | Zig:27   | Killed an ancient lich
337953 | Zig:27   | Noticed an ancient lich
337953 | Zig:27   | Noticed an ancient lich
337953 | Zig:27   | Noticed an ancient lich
337954 | Zig:27   | Noticed an ancient lich
337954 | Zig:27   | Noticed an ancient lich
337954 | Zig:27   | Noticed an ancient lich
337954 | Zig:27   | Noticed an ancient lich
337954 | Zig:27   | Noticed an ancient lich
337954 | Zig:27   | Noticed an ancient lich
337954 | Zig:27   | Noticed an ancient lich
337954 | Zig:27   | Noticed an ancient lich
337954 | Zig:27   | Noticed an ancient lich
337955 | Zig:27   | Noticed an ancient lich
337955 | Zig:27   | Noticed an ancient lich
337957 | Zig:27   | Killed an ancient lich
337957 | Zig:27   | Killed an ancient lich
337957 | Zig:27   | Killed an ancient lich
337957 | Zig:27   | Killed an ancient lich
337957 | Zig:27   | Killed an ancient lich
337957 | Zig:27   | Killed an ancient lich
337957 | Zig:27   | Killed an ancient lich
337957 | Zig:27   | Killed an ancient lich
337957 | Zig:27   | Killed an ancient lich
337957 | Zig:27   | Killed an ancient lich
337957 | Zig:27   | Killed an ancient lich
337957 | Zig:27   | Killed an ancient lich
337957 | Zig:27   | Killed an ancient lich
337957 | Zig:27   | Killed an ancient lich
337957 | Zig:27   | Killed an ancient lich
337959 | Zig:27   | Killed an ancient lich
337960 | Zig:27   | Noticed an ancient lich
337960 | Zig:27   | Killed an ancient lich
337960 | Zig:27   | Killed an ancient lich
337961 | Zig:27   | Killed an ancient lich
337961 | Zig:27   | Killed an ancient lich
337962 | Zig:27   | Killed an ancient lich
337963 | Zig:27   | Noticed an ancient lich
337963 | Zig:27   | Killed an ancient lich
337964 | Zig:27   | Noticed an ancient lich
337964 | Zig:27   | Noticed an ancient lich
337964 | Zig:27   | Noticed an ancient lich
337965 | Zig:27   | Noticed an ancient lich
337965 | Zig:27   | Noticed an ancient lich
337965 | Zig:27   | Noticed an ancient lich
337966 | Zig:27   | Noticed an ancient lich
337966 | Zig:27   | Noticed an ancient lich
337966 | Zig:27   | Noticed an ancient lich
337967 | Zig:27   | Killed an ancient lich
337967 | Zig:27   | Killed an ancient lich
337967 | Zig:27   | Killed an ancient lich
337967 | Zig:27   | Killed an ancient lich
337967 | Zig:27   | Killed an ancient lich
337968 | Zig:27   | Noticed an ancient lich
337970 | Zig:27   | Killed an ancient lich
337971 | Zig:27   | Killed an ancient lich
337971 | Zig:27   | Killed an ancient lich
337973 | Zig:27   | Killed an ancient lich
337974 | Zig:27   | Killed an ancient lich
337976 | Zig:27   | Killed an ancient lich
337977 | Zig:27   | Killed an ancient lich
337999 | Zig:27   | Identified Asmodeus's Incunabulum of Attacks
338015 | Zig:27   | Got a slimy iron ring
338017 | Zig:27   | Identified the ring of Joil {*Contam +Blink rF+ Str+9 Dex+2} (You found it on level 27 of a ziggurat)
338045 | Zig:27   | Got a smoking iron ring
338047 | Zig:27   | Identified the cursed ring of Xom's Entertainment {*Drain +Fly Str-2 Dex+5} (You found it on level 27 of a ziggurat)
338094 | Zig:27   | Got a fine lead amulet
338095 | Zig:27   | Identified the amulet "Enated" {+Rage rC++} (You found it on level 27 of a ziggurat)
338190 | Zig:27   | Got a steaming bronze amulet
338191 | Zig:27   | Identified the amulet of Seerares {RegenMP rElec rF+} (You found it on level 27 of a ziggurat)
338241 | Depths:2 | Identified the +5 large shield "Luhuecs" {rCorr Str+3} (You acquired it on level 2 of the Depths)
338314 | Zig:1    | Entered Level 1 of a ziggurat
338335 | Zig:2    | Entered Level 2 of a ziggurat
338380 | Zig:3    | Entered Level 3 of a ziggurat
338419 | Zig:3    | Identified Ytzui's Further Progress in Spellweaving
338463 | Zig:4    | Entered Level 4 of a ziggurat
338463 | Zig:4    | Noticed Sieremy the pandemonium lord
338463 | Zig:4    | Noticed Dudwut the pandemonium lord
338463 | Zig:4    | Noticed Naephisi the pandemonium lord
338463 | Zig:4    | Noticed Ywuthrot the pandemonium lord
338463 | Zig:4    | Noticed Terotied the pandemonium lord
338463 | Zig:4    | Noticed Cukhye the pandemonium lord
338463 | Zig:4    | Noticed Meafuif the pandemonium lord
338463 | Zig:4    | Noticed Kuhutevu the pandemonium lord
338463 | Zig:4    | Noticed Babedd the pandemonium lord
338463 | Zig:4    | Noticed Myfeem the pandemonium lord
338463 | Zig:4    | Noticed Ovyep the pandemonium lord
338463 | Zig:4    | Noticed Tiotuimm the pandemonium lord
338463 | Zig:4    | Noticed Guan the pandemonium lord
338463 | Zig:4    | Noticed Naicem the pandemonium lord
338463 | Zig:4    | Noticed Meisais the pandemonium lord
338463 | Zig:4    | Noticed Becaov the pandemonium lord
338463 | Zig:4    | Noticed Fierema the pandemonium lord
338463 | Zig:4    | Noticed Muygais the pandemonium lord
338463 | Zig:4    | Noticed Agon the pandemonium lord
338463 | Zig:4    | Noticed Kutust the pandemonium lord
338463 | Zig:4    | Noticed Zamih the pandemonium lord
338463 | Zig:4    | Noticed Seyvonla the pandemonium lord
338463 | Zig:4    | Noticed Awofuo the pandemonium lord
338463 | Zig:4    | Noticed Imnaotoq the pandemonium lord
338463 | Zig:4    | Noticed Jietur the pandemonium lord
338465 | Zig:4    | Noticed Izidici the pandemonium lord
338466 | Zig:4    | Noticed Osahu the pandemonium lord
338467 | Zig:4    | Noticed Yhac the pandemonium lord
338467 | Zig:4    | Killed Agon the pandemonium lord
338468 | Zig:4    | Noticed Ziajec the pandemonium lord
338468 | Zig:4    | Killed Imnaotoq the pandemonium lord
338468 | Zig:4    | Killed Kutust the pandemonium lord
338469 | Zig:4    | Killed Fierema the pandemonium lord
338469 | Zig:4    | Killed Naicem the pandemonium lord
338469 | Zig:4    | Killed Ywuthrot the pandemonium lord
338470 | Zig:4    | Noticed Emeplid the pandemonium lord
338471 | Zig:4    | Killed Seyvonla the pandemonium lord
338472 | Zig:4    | Noticed Symuk the pandemonium lord
338473 | Zig:4    | Noticed Levveyta the pandemonium lord
338473 | Zig:4    | Killed Yhac the pandemonium lord
338473 | Zig:4    | Killed Kuhutevu the pandemonium lord
338476 | Zig:4    | Noticed Koumomm the pandemonium lord
338476 | Zig:4    | Killed Awofuo the pandemonium lord
338476 | Zig:4    | Killed Babedd the pandemonium lord
338479 | Zig:4    | Noticed Ramm the pandemonium lord
338480 | Zig:4    | Noticed Puigh the pandemonium lord
338481 | Zig:4    | Noticed Yfoppamu the pandemonium lord
338484 | Zig:4    | Noticed Yqomus the pandemonium lord
338487 | Zig:4    | Noticed Douck the pandemonium lord
338487 | Zig:4    | Killed Osahu the pandemonium lord
338489 | Zig:4    | Noticed Cocyogum the pandemonium lord
338489 | Zig:4    | Killed Ovyep the pandemonium lord
338489 | Zig:4    | Killed Levveyta the pandemonium lord
338489 | Zig:4    | Killed Muygais the pandemonium lord
338489 | Zig:4    | Killed Yfoppamu the pandemonium lord
338489 | Zig:4    | Killed Guan the pandemonium lord
338489 | Zig:4    | Killed Sieremy the pandemonium lord
338490 | Zig:4    | Killed Symuk the pandemonium lord
338490 | Zig:4    | Killed Koumomm the pandemonium lord
338491 | Zig:4    | Noticed Zoet the pandemonium lord
338491 | Zig:4    | Killed Cukhye the pandemonium lord
338492 | Zig:4    | Noticed Peuch the pandemonium lord
338492 | Zig:4    | Noticed Veaqoe the pandemonium lord
338493 | Zig:4    | Noticed Baom the pandemonium lord
338493 | Zig:4    | Killed Naephisi the pandemonium lord
338493 | Zig:4    | Killed Puigh the pandemonium lord
338493 | Zig:4    | Killed Myfeem the pandemonium lord
338493 | Zig:4    | Killed Douck the pandemonium lord
338493 | Zig:4    | Killed Meisais the pandemonium lord
338493 | Zig:4    | Killed Ziajec the pandemonium lord
338493 | Zig:4    | Killed Becaov the pandemonium lord
338493 | Zig:4    | Killed Jietur the pandemonium lord
338494 | Zig:4    | Killed Emeplid the pandemonium lord
338494 | Zig:4    | Killed Yqomus the pandemonium lord
338494 | Zig:4    | Killed Dudwut the pandemonium lord
338494 | Zig:4    | Killed Zamih the pandemonium lord
338494 | Zig:4    | Killed Terotied the pandemonium lord
338495 | Zig:4    | Killed Meafuif the pandemonium lord
338495 | Zig:4    | Killed Tiotuimm the pandemonium lord
338496 | Zig:4    | Killed Zoet the pandemonium lord
338496 | Zig:4    | Killed Veaqoe the pandemonium lord
338496 | Zig:4    | Killed Cocyogum the pandemonium lord
338496 | Zig:4    | Killed Peuch the pandemonium lord
338496 | Zig:4    | Killed Ramm the pandemonium lord
338497 | Zig:4    | Noticed Zihuaz the pandemonium lord
338498 | Zig:4    | Noticed Ygaam the pandemonium lord
338498 | Zig:4    | Killed Baom the pandemonium lord
338500 | Zig:4    | Noticed Neogae the pandemonium lord
338500 | Zig:4    | Killed Ygaam the pandemonium lord
338502 | Zig:4    | Killed Neogae the pandemonium lord
338504 | Zig:4    | Noticed Iteg the pandemonium lord
338509 | Zig:4    | Killed Izidici the pandemonium lord
338509 | Zig:4    | Killed Zihuaz the pandemonium lord
338511 | Zig:4    | Killed Ixtol the pandemonium lord
338517 | Zig:4    | Killed Iteg the pandemonium lord
338660 | Zig:5    | Entered Level 5 of a ziggurat
338759 | Zig:6    | Entered Level 6 of a ziggurat
338802 | Zig:6    | Got a sparkling bone ring
338804 | Zig:6    | Identified the ring of Ineis {rElec rPois rC+} (You found it on level 6 of a ziggurat)
338860 | Zig:7    | Entered Level 7 of a ziggurat
338993 | Zig:8    | Entered Level 8 of a ziggurat
339040 | Zig:8    | Identified the cursed +0 pair of gloves "Okleedgh" {rN++ Str+3 Slay-5 SInv} (You found it on level 8 of a ziggurat)
339054 | Zig:8    | Got a clouded copper amulet
339055 | Zig:8    | Identified the amulet of Gyte {Gourm *Contam rElec rN+ Dex+4} (You found it on level 8 of a ziggurat)
339133 | Zig:9    | Entered Level 9 of a ziggurat
339197 | Zig:9    | Identified the cursed +0 pair of boots of Vexation {MR+} (You found it on level 9 of a ziggurat)
339217 | Zig:9    | Got a twitching jade amulet
339220 | Zig:9    | Got a bound iron amulet
339221 | Zig:9    | Identified the amulet "Kikih" {+Rage Dex+3 SInv} (You found it on level 9 of a ziggurat)
339223 | Zig:9    | Identified the amulet "Qitijoko" {+Rage rN+++ MR+ Int+2 Dex-5} (You found it on level 9 of a ziggurat)
339231 | Zig:9    | Got a crude glass ring
339233 | Zig:9    | Identified the cursed ring "Patoatz" {rElec Int+3 Slay-2} (You found it on level 9 of a ziggurat)
339297 | Zig:10   | Entered Level 10 of a ziggurat
339297 | Zig:10   | Noticed Xeurphas the pandemonium lord
339297 | Zig:10   | Noticed Tuwiuganwu the pandemonium lord
339297 | Zig:10   | Noticed Zocroora the pandemonium lord
339297 | Zig:10   | Noticed Zoygihol the pandemonium lord
339297 | Zig:10   | Noticed Beyroeh the pandemonium lord
339297 | Zig:10   | Noticed Xout Lann the pandemonium lord
339297 | Zig:10   | Noticed Bupaopta the pandemonium lord
339297 | Zig:10   | Noticed Yhecoewk the pandemonium lord
339297 | Zig:10   | Noticed Leoceal the pandemonium lord
339297 | Zig:10   | Noticed Vorunuo the pandemonium lord
339297 | Zig:10   | Noticed Giam the pandemonium lord
339297 | Zig:10   | Noticed Saoqu the pandemonium lord
339297 | Zig:10   | Noticed Couheacrej the pandemonium lord
339297 | Zig:10   | Noticed Zarunakki the pandemonium lord
339297 | Zig:10   | Noticed Niev the pandemonium lord
339297 | Zig:10   | Noticed Mupsexil the pandemonium lord
339297 | Zig:10   | Noticed Witoloane the pandemonium lord
339297 | Zig:10   | Noticed Vurchuxi the pandemonium lord
339297 | Zig:10   | Noticed Zirghucze the pandemonium lord
339297 | Zig:10   | Noticed Jitiruipt the pandemonium lord
339297 | Zig:10   | Noticed Inask the pandemonium lord
339297 | Zig:10   | Noticed Dufadam the pandemonium lord
339297 | Zig:10   | Noticed Askuvexo the pandemonium lord
339297 | Zig:10   | Noticed Ucun the pandemonium lord
339297 | Zig:10   | Noticed Aliloa the pandemonium lord
339300 | Zig:10   | Noticed Jidghogh the pandemonium lord
339300 | Zig:10   | Noticed Eqimiy the pandemonium lord
339300 | Zig:10   | Noticed Cusmi the pandemonium lord
339301 | Zig:10   | Noticed Luq Dino the pandemonium lord
339301 | Zig:10   | Noticed Kiuss the pandemonium lord
339302 | Zig:10   | Noticed Zius Uhe the pandemonium lord
339302 | Zig:10   | Killed Eqimiy the pandemonium lord
339302 | Zig:10   | Killed Jitiruipt the pandemonium lord
339302 | Zig:10   | Killed Zarunakki the pandemonium lord
339302 | Zig:10   | Killed Jidghogh the pandemonium lord
339303 | Zig:10   | Noticed Evoet the pandemonium lord
339303 | Zig:10   | Killed Vurchuxi the pandemonium lord
339303 | Zig:10   | Killed Bupaopta the pandemonium lord
339304 | Zig:10   | Noticed Viotwici the pandemonium lord
339304 | Zig:10   | Noticed Heze the pandemonium lord
339304 | Zig:10   | Noticed Yzaukoc the pandemonium lord
339305 | Zig:10   | Noticed Quhoeg the pandemonium lord
339305 | Zig:10   | Killed Witoloane the pandemonium lord
339305 | Zig:10   | Killed Yhecoewk the pandemonium lord
339305 | Zig:10   | Killed Ucun the pandemonium lord
339305 | Zig:10   | Killed Couheacrej the pandemonium lord
339305 | Zig:10   | Killed Saoqu the pandemonium lord
339305 | Zig:10   | Killed Aliloa the pandemonium lord
339306 | Zig:10   | Noticed Ashrenic the pandemonium lord
339307 | Zig:10   | Noticed Wiruel the pandemonium lord
339307 | Zig:10   | Noticed Ucouz the pandemonium lord
339307 | Zig:10   | Killed Askuvexo the pandemonium lord
339307 | Zig:10   | Killed Heze the pandemonium lord
339307 | Zig:10   | Killed Zius Uhe the pandemonium lord
339307 | Zig:10   | Killed Vorunuo the pandemonium lord
339307 | Zig:10   | Killed Cusmi the pandemonium lord
339307 | Zig:10   | Killed Giam the pandemonium lord
339307 | Zig:10   | Killed Leoceal the pandemonium lord
339307 | Zig:10   | Killed Tuwiuganwu the pandemonium lord
339308 | Zig:10   | Noticed Qetoh the pandemonium lord
339308 | Zig:10   | Noticed Woniof the pandemonium lord
339310 | Zig:10   | Noticed Rusuoheq the pandemonium lord
339311 | Zig:10   | Noticed Resaprec the pandemonium lord
339312 | Zig:10   | Killed Ucouz the pandemonium lord
339313 | Zig:10   | Killed Plog the pandemonium lord
339313 | Zig:10   | Killed Zirghucze the pandemonium lord
339313 | Zig:10   | Killed Ashrenic the pandemonium lord
339314 | Zig:10   | Noticed Guchiat the pandemonium lord
339315 | Zig:10   | Noticed Plog the pandemonium lord
339315 | Zig:10   | Noticed Soiburgh the pandemonium lord
339315 | Zig:10   | Killed Dufadam the pandemonium lord
339315 | Zig:10   | Killed Resaprec the pandemonium lord
339315 | Zig:10   | Killed Inask the pandemonium lord
339316 | Zig:10   | Noticed Aremair the pandemonium lord
339317 | Zig:10   | Noticed Pirehyh the pandemonium lord
339317 | Zig:10   | Killed Wiruel the pandemonium lord
339318 | Zig:10   | Noticed Hikaakunk the pandemonium lord
339319 | Zig:10   | Killed Guchiat the pandemonium lord
339319 | Zig:10   | Killed Zoygihol the pandemonium lord
339319 | Zig:10   | Killed Aremair the pandemonium lord
339320 | Zig:10   | Noticed Qaoziote the pandemonium lord
339320 | Zig:10   | Noticed Zidenut the pandemonium lord
339320 | Zig:10   | Killed Pirehyh the pandemonium lord
339321 | Zig:10   | Noticed Giomenus the pandemonium lord
339321 | Zig:10   | Noticed Pailuhof the pandemonium lord
339321 | Zig:10   | Noticed Paxempa the pandemonium lord
339321 | Zig:10   | Killed Kiuss the pandemonium lord
339322 | Zig:10   | Noticed Ykhar the pandemonium lord
339322 | Zig:10   | Noticed Joeco the pandemonium lord
339322 | Zig:10   | Killed Xeurphas the pandemonium lord
339322 | Zig:10   | Killed Luq Dino the pandemonium lord
339323 | Zig:10   | Noticed Ynunk the pandemonium lord
339324 | Zig:10   | Noticed Piusat the pandemonium lord
339324 | Zig:10   | Noticed Plog the pandemonium lord
339324 | Zig:10   | Noticed Neuff the pandemonium lord
339324 | Zig:10   | Noticed Puaplaff the pandemonium lord
339325 | Zig:10   | Noticed Tumacsiu the pandemonium lord
339326 | Zig:10   | Killed Pailuhof the pandemonium lord
339327 | Zig:10   | Noticed Gajun the pandemonium lord
339327 | Zig:10   | Noticed Ycatigor the pandemonium lord
339327 | Zig:10   | Killed Beyroeh the pandemonium lord
339329 | Zig:10   | Killed Evoet the pandemonium lord
339332 | Zig:10   | Killed Mupsexil the pandemonium lord
339336 | Zig:10   | Killed Ykhar the pandemonium lord
339337 | Zig:10   | Noticed Qion the pandemonium lord
339338 | Zig:10   | Killed Ynunk the pandemonium lord
339341 | Zig:10   | Killed Rusuoheq the pandemonium lord
339341 | Zig:10   | Killed Quhoeg the pandemonium lord
339342 | Zig:10   | Killed Woniof the pandemonium lord
339342 | Zig:10   | Killed Zocroora the pandemonium lord
339342 | Zig:10   | Killed Viotwici the pandemonium lord
339342 | Zig:10   | Killed Plog the pandemonium lord
339343 | Zig:10   | Killed Hikaakunk the pandemonium lord
339344 | Zig:10   | Noticed Guatraor the pandemonium lord
339344 | Zig:10   | Killed Yzaukoc the pandemonium lord
339344 | Zig:10   | Killed Plog the pandemonium lord
339345 | Zig:10   | Noticed Tuph the pandemonium lord
339345 | Zig:10   | Killed Giomenus the pandemonium lord
339346 | Zig:10   | Noticed Coymipp the pandemonium lord
339346 | Zig:10   | Killed Niev the pandemonium lord
339346 | Zig:10   | Killed Soiburgh the pandemonium lord
339347 | Zig:10   | Noticed Fobradgh the pandemonium lord
339347 | Zig:10   | Noticed Kual the pandemonium lord
339347 | Zig:10   | Killed Qetoh the pandemonium lord
339347 | Zig:10   | Killed Paxempa the pandemonium lord
339347 | Zig:10   | Killed Zidenut the pandemonium lord
339348 | Zig:10   | Killed Ycatigor the pandemonium lord
339348 | Zig:10   | Killed Tumacsiu the pandemonium lord
339348 | Zig:10   | Killed Qaoziote the pandemonium lord
339352 | Zig:10   | Killed Joeco the pandemonium lord
339354 | Zig:10   | Noticed Biucaodgh the pandemonium lord
339355 | Zig:10   | Noticed Gikooga the pandemonium lord
339355 | Zig:10   | Killed Tuph the pandemonium lord
339355 | Zig:10   | Killed Piusat the pandemonium lord
339355 | Zig:10   | Killed Gajun the pandemonium lord
339356 | Zig:10   | Killed Neuff the pandemonium lord
339357 | Zig:10   | Noticed Lurav the pandemonium lord
339357 | Zig:10   | Noticed Luqiler the pandemonium lord
339357 | Zig:10   | Killed Puaplaff the pandemonium lord
339357 | Zig:10   | Killed Coymipp the pandemonium lord
339359 | Zig:10   | Noticed Musezu Ynegh the pandemonium lord
339360 | Zig:10   | Noticed Libol the pandemonium lord
339361 | Zig:10   | Killed Biucaodgh the pandemonium lord
339361 | Zig:10   | Killed Gikooga the pandemonium lord
339361 | Zig:10   | Killed Kual the pandemonium lord
339366 | Zig:10   | Noticed Dewnacoz the pandemonium lord
339367 | Zig:10   | Killed Guatraor the pandemonium lord
339367 | Zig:10   | Killed Qion the pandemonium lord
339369 | Zig:10   | Noticed Itoasm the pandemonium lord
339373 | Zig:10   | Noticed Ugoirucw the pandemonium lord
339373 | Zig:10   | Killed Xout Lann the pandemonium lord
339374 | Zig:10   | Noticed Gemod the pandemonium lord
339375 | Zig:10   | Noticed Lups the pandemonium lord
339375 | Zig:10   | Noticed Ymel the pandemonium lord
339375 | Zig:10   | Noticed Uvomn the pandemonium lord
339375 | Zig:10   | Noticed Qyulod the pandemonium lord
339375 | Zig:10   | Killed Ugoirucw the pandemonium lord
339375 | Zig:10   | Killed Libol the pandemonium lord
339375 | Zig:10   | Killed Fobradgh the pandemonium lord
339375 | Zig:10   | Killed Uvomn the pandemonium lord
339375 | Zig:10   | Killed Luqiler the pandemonium lord
339376 | Zig:10   | Noticed Coraq the pandemonium lord
339376 | Zig:10   | Noticed Ecijud the pandemonium lord
339376 | Zig:10   | Killed Gemod the pandemonium lord
339376 | Zig:10   | Killed Musezu Ynegh the pandemonium lord
339376 | Zig:10   | Killed Lurav the pandemonium lord
339377 | Zig:10   | Noticed Cekabiad the pandemonium lord
339378 | Zig:10   | Noticed Wuicke the pandemonium lord
339378 | Zig:10   | Killed Qyulod the pandemonium lord
339378 | Zig:10   | Killed Itoasm the pandemonium lord
339378 | Zig:10   | Killed Dewnacoz the pandemonium lord
339378 | Zig:10   | Killed Cekabiad the pandemonium lord
339378 | Zig:10   | Killed Lups the pandemonium lord
339382 | Zig:10   | Noticed Coxul the pandemonium lord
339382 | Zig:10   | Noticed Hupiosk the pandemonium lord
339384 | Zig:10   | Killed Hupiosk the pandemonium lord
339384 | Zig:10   | Killed Coraq the pandemonium lord
339385 | Zig:10   | Noticed Byvemit the pandemonium lord
339385 | Zig:10   | Noticed Riepuam the pandemonium lord
339385 | Zig:10   | Noticed Nimm the pandemonium lord
339386 | Zig:10   | Noticed Niuhif the pandemonium lord
339387 | Zig:10   | Killed Ymel the pandemonium lord
339387 | Zig:10   | Killed Nimm the pandemonium lord
339388 | Zig:10   | Noticed Gasiom the pandemonium lord
339389 | Zig:10   | Killed Byvemit the pandemonium lord
339389 | Zig:10   | Killed Odghut the pandemonium lord
339389 | Zig:10   | Killed Riepuam the pandemonium lord
339390 | Zig:10   | Noticed Sowkoh the pandemonium lord
339392 | Zig:10   | Killed Ahyats the pandemonium lord
339392 | Zig:10   | Killed Coxul the pandemonium lord
339393 | Zig:10   | Killed Niuhif the pandemonium lord
339394 | Zig:10   | Noticed Mechuen the pandemonium lord
339395 | Zig:10   | Noticed Xoupih Niaga the pandemonium lord
339395 | Zig:10   | Noticed Jyekenat the pandemonium lord
339396 | Zig:10   | Noticed Bivvih the pandemonium lord
339396 | Zig:10   | Killed Gasiom the pandemonium lord
339396 | Zig:10   | Killed Ecijud the pandemonium lord
339396 | Zig:10   | Killed Sowkoh the pandemonium lord
339396 | Zig:10   | Killed Bivvih the pandemonium lord
339397 | Zig:10   | Noticed Fucolan the pandemonium lord
339397 | Zig:10   | Killed Xoupih Niaga the pandemonium lord
339397 | Zig:10   | Killed Wuicke the pandemonium lord
339397 | Zig:10   | Killed Mechuen the pandemonium lord
339399 | Zig:10   | Noticed Kouxiash the pandemonium lord
339399 | Zig:10   | Killed Jyekenat the pandemonium lord
339401 | Zig:10   | Noticed Ibieskae the pandemonium lord
339402 | Zig:10   | Noticed Ticenoje the pandemonium lord
339402 | Zig:10   | Noticed Duvin the pandemonium lord
339404 | Zig:10   | Killed Ticenoje the pandemonium lord
339406 | Zig:10   | Noticed Seston the pandemonium lord
339408 | Zig:10   | Noticed Zoekkycw the pandemonium lord
339408 | Zig:10   | Killed Zoekkycw the pandemonium lord
339408 | Zig:10   | Killed Vupn the pandemonium lord
339410 | Zig:10   | Noticed Geon the pandemonium lord
339413 | Zig:10   | Noticed Wuappi the pandemonium lord
339419 | Zig:10   | Killed Seston the pandemonium lord
339434 | Zig:10   | Killed Wuappi the pandemonium lord
339435 | Zig:10   | Killed Duvin the pandemonium lord
339437 | Zig:10   | Killed Kouxiash the pandemonium lord
339439 | Zig:10   | Killed Ibieskae the pandemonium lord
339447 | Zig:10   | Killed Fucolan the pandemonium lord
339448 | Zig:10   | Killed Geon the pandemonium lord
339505 | Zig:10   | Got a steaming jade ring
339507 | Zig:10   | Identified the ring "Fesed" {rC+ rN+ MR+} (You found it on level 10 of a ziggurat)
339671 | Zig:11   | Entered Level 11 of a ziggurat
339943 | Zig:12   | Entered Level 12 of a ziggurat
339991 | Zig:12   | Paralysed by accursed screaming for 1 turns
340061 | Zig:12   | Got a fine pewter amulet
340062 | Zig:12   | Identified the amulet "Qegotint" {+Rage Int+5} (You found it on level 12 of a ziggurat)
340109 | Zig:13   | Entered Level 13 of a ziggurat
340252 | Zig:14   | Entered Level 14 of a ziggurat
340342 | Zig:14   | Got a heavily runed golden ring
340344 | Zig:14   | Identified the ring "Keco" {Fire +Blink Str+3 Int-2 SInv} (You found it on level 14 of a ziggurat)
340350 | Zig:14   | Got an ancient silver ring
340351 | Zig:14   | Identified the ring "Xoqituaz" {+Fly MR+ Int+2 Stlth+} (You found it on level 14 of a ziggurat)
340363 | Zig:14   | Identified Vehumet's Reference Book on Conjuration
340521 | Zig:15   | Entered Level 15 of a ziggurat
340578 | Zig:15   | Got a scintillating bone ring
340580 | Zig:15   | Identified the ring of Eternity {*Contam +Blink rPois rC+ Str+9} (You found it on level 15 of a ziggurat)
340584 | Zig:15   | Got a warped pewter ring
340585 | Zig:15   | Identified the ring "Unen Ute" {MR+ Str+3 Dex+3 Slay+3} (You found it on level 15 of a ziggurat)
340618 | Zig:15   | Identified the Compendium of Virous Black Magic
340835 | Zig:16   | Entered Level 16 of a ziggurat
340940 | Zig:16   | Got a scintillating marble ring
340943 | Zig:16   | Identified the ring "Gaschon" {rElec MR+ MP+9} (You found it on level 16 of a ziggurat)
340973 | Zig:16   | Got a heavily runed ivory amulet
340974 | Zig:16   | Identified the amulet "Sufohof" {Reflect Str+4 Dex+3 SH+3} (You found it on level 16 of a ziggurat)
341189 | Zig:17   | Entered Level 17 of a ziggurat
341189 | Zig:17   | Noticed an ancient lich
341189 | Zig:17   | Noticed an ancient lich
341189 | Zig:17   | Noticed an ancient lich
341189 | Zig:17   | Noticed an ancient lich
341189 | Zig:17   | Noticed an ancient lich
341189 | Zig:17   | Noticed an ancient lich
341189 | Zig:17   | Noticed an ancient lich
341189 | Zig:17   | Noticed an ancient lich
341189 | Zig:17   | Noticed an ancient lich
341189 | Zig:17   | Noticed an ancient lich
341189 | Zig:17   | Noticed an ancient lich
341190 | Zig:17   | Killed an ancient lich
341190 | Zig:17   | Killed an ancient lich
341190 | Zig:17   | Killed an ancient lich
341190 | Zig:17   | Killed an ancient lich
341190 | Zig:17   | Killed an ancient lich
341191 | Zig:17   | Noticed an ancient lich
341191 | Zig:17   | Noticed an ancient lich
341191 | Zig:17   | Killed an ancient lich
341192 | Zig:17   | Killed an ancient lich
341193 | Zig:17   | Killed an ancient lich
341193 | Zig:17   | Killed an ancient lich
341194 | Zig:17   | Noticed an ancient lich
341194 | Zig:17   | Killed an ancient lich
341195 | Zig:17   | Noticed an ancient lich
341197 | Zig:17   | Killed an ancient lich
341199 | Zig:17   | Noticed an ancient lich
341200 | Zig:17   | Noticed an ancient lich
341200 | Zig:17   | Noticed an ancient lich
341201 | Zig:17   | Killed an ancient lich
341201 | Zig:17   | Killed an ancient lich
341201 | Zig:17   | Killed an ancient lich
341201 | Zig:17   | Killed an ancient lich
341201 | Zig:17   | Killed an ancient lich
341201 | Zig:17   | Killed an ancient lich
341202 | Zig:17   | Noticed an ancient lich
341202 | Zig:17   | Noticed an ancient lich
341205 | Zig:17   | Killed an ancient lich
341208 | Zig:17   | Noticed an ancient lich
341209 | Zig:17   | Noticed an ancient lich
341209 | Zig:17   | Killed an ancient lich
341210 | Zig:17   | Noticed an ancient lich
341210 | Zig:17   | Noticed an ancient lich
341210 | Zig:17   | Noticed an ancient lich
341210 | Zig:17   | Noticed an ancient lich
341210 | Zig:17   | Killed an ancient lich
341211 | Zig:17   | Noticed an ancient lich
341211 | Zig:17   | Killed an ancient lich
341211 | Zig:17   | Noticed an ancient lich
341212 | Zig:17   | Noticed an ancient lich
341212 | Zig:17   | Noticed an ancient lich
341212 | Zig:17   | Noticed an ancient lich
341213 | Zig:17   | Noticed an ancient lich
341213 | Zig:17   | Noticed an ancient lich
341213 | Zig:17   | Killed an ancient lich
341213 | Zig:17   | Killed an ancient lich
341213 | Zig:17   | Killed an ancient lich
341213 | Zig:17   | Killed an ancient lich
341214 | Zig:17   | Noticed an ancient lich
341214 | Zig:17   | Noticed an ancient lich
341214 | Zig:17   | Noticed an ancient lich
341215 | Zig:17   | Noticed an ancient lich
341216 | Zig:17   | Noticed an ancient lich
341216 | Zig:17   | Killed an ancient lich
341216 | Zig:17   | Killed an ancient lich
341216 | Zig:17   | Killed an ancient lich
341216 | Zig:17   | Killed an ancient lich
341217 | Zig:17   | Killed an ancient lich
341217 | Zig:17   | Killed an ancient lich
341218 | Zig:17   | Noticed an ancient lich
341218 | Zig:17   | Killed an ancient lich
341219 | Zig:17   | Noticed an ancient lich
341219 | Zig:17   | Killed an ancient lich
341220 | Zig:17   | Noticed an ancient lich
341220 | Zig:17   | Noticed an ancient lich
341220 | Zig:17   | Noticed an ancient lich
341220 | Zig:17   | Noticed an ancient lich
341220 | Zig:17   | Noticed an ancient lich
341220 | Zig:17   | Noticed an ancient lich
341220 | Zig:17   | Killed an ancient lich
341220 | Zig:17   | Killed an ancient lich
341220 | Zig:17   | Killed an ancient lich
341220 | Zig:17   | Killed an ancient lich
341221 | Zig:17   | Noticed an ancient lich
341222 | Zig:17   | Noticed an ancient lich
341222 | Zig:17   | Noticed an ancient lich
341222 | Zig:17   | Noticed an ancient lich
341223 | Zig:17   | Killed an ancient lich
341223 | Zig:17   | Killed an ancient lich
341223 | Zig:17   | Killed an ancient lich
341223 | Zig:17   | Killed an ancient lich
341223 | Zig:17   | Killed an ancient lich
341223 | Zig:17   | Killed an ancient lich
341223 | Zig:17   | Killed an ancient lich
341223 | Zig:17   | Killed an ancient lich
341223 | Zig:17   | Killed an ancient lich
341223 | Zig:17   | Killed an ancient lich
341224 | Zig:17   | Noticed an ancient lich
341224 | Zig:17   | Noticed an ancient lich
341224 | Zig:17   | Noticed an ancient lich
341226 | Zig:17   | Killed an ancient lich
341228 | Zig:17   | Killed an ancient lich
341229 | Zig:17   | Noticed an ancient lich
341229 | Zig:17   | Noticed an ancient lich
341229 | Zig:17   | Killed an ancient lich
341229 | Zig:17   | Killed an ancient lich
341229 | Zig:17   | Killed an ancient lich
341230 | Zig:17   | Noticed an ancient lich
341230 | Zig:17   | Noticed an ancient lich
341231 | Zig:17   | Killed an ancient lich
341232 | Zig:17   | Noticed an ancient lich
341232 | Zig:17   | Noticed an ancient lich
341235 | Zig:17   | Killed an ancient lich
341235 | Zig:17   | Killed an ancient lich
341235 | Zig:17   | Killed an ancient lich
341235 | Zig:17   | Killed an ancient lich
341238 | Zig:17   | Noticed an ancient lich
341238 | Zig:17   | Killed an ancient lich
341240 | Zig:17   | Killed an ancient lich
341241 | Zig:17   | Killed an ancient lich
341295 | Zig:17   | Got a vibrating bronze ring
341297 | Zig:17   | Identified the ring "Doved" {*Contam +Inv +Fly Int+8 Dex+4} (You found it on level 17 of a ziggurat)
341303 | Zig:17   | Got a heavily runed silver ring
341305 | Zig:17   | Identified the ring of Famojul {Wiz *Corrode Int+3 SInv} (You found it on level 17 of a ziggurat)
341323 | Zig:17   | Got a twitching bronze ring
341324 | Zig:17   | Identified the ring "Geysk" {MR+ Int+2 Stlth+} (You found it on level 17 of a ziggurat)
341350 | Zig:17   | Got a heavily runed bone ring
341351 | Zig:17   | Identified the ring "Zohitisa" {rCorr rF+ rC+} (You found it on level 17 of a ziggurat)
341355 | Zig:17   | Got a bound ivory ring
341357 | Zig:17   | Identified the ring "Unanoutt" {rElec MR+} (You found it on level 17 of a ziggurat)
341372 | Zig:17   | Identified the Collected Works on Earthen Air
341550 | Zig:18   | Entered Level 18 of a ziggurat
341633 | Zig:18   | Got a flickering ruby amulet
341634 | Zig:18   | Identified the amulet of the Circus Animal {RegenMP *Corrode Str+6} (You found it on level 18 of a ziggurat)
341644 | Zig:18   | Got a scintillating bone ring
341646 | Zig:18   | Identified the ring of Ubliw {Wiz *Corrode Int+4 Dex+4 Slay+3} (You found it on level 18 of a ziggurat)
341782 | Zig:19   | Entered Level 19 of a ziggurat
341998 | Zig:19   | Got a brightly glowing lapis lazuli ring
342000 | Zig:19   | Identified the ring "Celojihu" {rC+ rN+} (You found it on level 19 of a ziggurat)
342016 | Zig:19   | Got a flickering granite ring
342017 | Zig:19   | Identified the ring of Femuowk {rElec MR+ Str+7 Slay+4} (You found it on level 19 of a ziggurat)
342024 | Zig:19   | Got an ancient turquoise ring
342026 | Zig:19   | Identified the ring "Henisiph" {rN+ Int+7 SInv} (You found it on level 19 of a ziggurat)
342093 | Zig:20   | Entered Level 20 of a ziggurat
342249 | Zig:20   | Got a fine garnet amulet
342250 | Zig:20   | Identified the amulet "Esuoc" {Gourm +Inv} (You found it on level 20 of a ziggurat)
342260 | Zig:20   | Got a steaming turquoise ring
342262 | Zig:20   | Identified the ring "Zeyseres" {*Slow rPois rF+ rN+ Int+9} (You found it on level 20 of a ziggurat)
342279 | Zig:20   | Got a wavering bronze ring
342281 | Zig:20   | Identified the ring "Hiazig" {rElec rF++ Int-2 SInv} (You found it on level 20 of a ziggurat)
342451 | Zig:21   | Entered Level 21 of a ziggurat
342451 | Zig:21   | Noticed Sunad the pandemonium lord
342451 | Zig:21   | Noticed Comp the pandemonium lord
342451 | Zig:21   | Noticed Xiegiclo the pandemonium lord
342451 | Zig:21   | Noticed Xath the pandemonium lord
342451 | Zig:21   | Noticed Acsebrarr the pandemonium lord
342451 | Zig:21   | Noticed Oclox the pandemonium lord
342451 | Zig:21   | Noticed Cugabadd the pandemonium lord
342451 | Zig:21   | Noticed Xuupt the pandemonium lord
342451 | Zig:21   | Noticed Maebleuc the pandemonium lord
342451 | Zig:21   | Noticed Jeikicsa the pandemonium lord
342451 | Zig:21   | Noticed Weit Agg the pandemonium lord
342451 | Zig:21   | Noticed Leassaiss the pandemonium lord
342451 | Zig:21   | Noticed Silith the pandemonium lord
342451 | Zig:21   | Noticed Nusuch the pandemonium lord
342451 | Zig:21   | Noticed Mokiades the pandemonium lord
342451 | Zig:21   | Noticed Qoap the pandemonium lord
342451 | Zig:21   | Noticed Xuco the pandemonium lord
342451 | Zig:21   | Noticed Kuobon the pandemonium lord
342451 | Zig:21   | Noticed Tautsofo the pandemonium lord
342451 | Zig:21   | Noticed Fiptomel the pandemonium lord
342451 | Zig:21   | Noticed Kogid the pandemonium lord
342451 | Zig:21   | Noticed Afiedeytt the pandemonium lord
342451 | Zig:21   | Noticed Qintar the pandemonium lord
342451 | Zig:21   | Noticed Petievyt the pandemonium lord
342451 | Zig:21   | Noticed Yloemmeo the pandemonium lord
342451 | Zig:21   | Noticed Quegakim the pandemonium lord
342451 | Zig:21   | Noticed Huod the pandemonium lord
342451 | Zig:21   | Noticed Binifen the pandemonium lord
342451 | Zig:21   | Noticed Wulaf the pandemonium lord
342451 | Zig:21   | Noticed Catel the pandemonium lord
342451 | Zig:21   | Noticed Itweak Wixu the pandemonium lord
342451 | Zig:21   | Noticed Wuczecer the pandemonium lord
342451 | Zig:21   | Noticed Omucurph the pandemonium lord
342453 | Zig:21   | Noticed Fazxa the pandemonium lord
342453 | Zig:21   | Noticed Kearek the pandemonium lord
342453 | Zig:21   | Noticed Kivaw the pandemonium lord
342453 | Zig:21   | Killed Umubber the pandemonium lord
342454 | Zig:21   | Noticed Nuweys Obero the pandemonium lord
342454 | Zig:21   | Noticed Nefuq the pandemonium lord
342454 | Zig:21   | Noticed Jehy the pandemonium lord
342454 | Zig:21   | Killed Xuco the pandemonium lord
342454 | Zig:21   | Killed Yloemmeo the pandemonium lord
342454 | Zig:21   | Paralysed by Afiedeytt for 3 turns
342455 | Zig:21   | Noticed Uziteagrau the pandemonium lord
342455 | Zig:21   | Noticed Yxiz the pandemonium lord
342455 | Zig:21   | Killed Nusuch the pandemonium lord
342456 | Zig:21   | Noticed Mosaseup the pandemonium lord
342456 | Zig:21   | Noticed Ewakh the pandemonium lord
342456 | Zig:21   | Killed Petievyt the pandemonium lord
342457 | Zig:21   | Noticed Pymynkacw the pandemonium lord
342457 | Zig:21   | Noticed Hotaigon the pandemonium lord
342457 | Zig:21   | Killed Fiptomel the pandemonium lord
342458 | Zig:21   | Noticed Owyd the pandemonium lord
342458 | Zig:21   | Noticed Kiluruc the pandemonium lord
342458 | Zig:21   | Noticed Ycogu the pandemonium lord
342459 | Zig:21   | Noticed Nyvoxt the pandemonium lord
342459 | Zig:21   | Killed Binifen the pandemonium lord
342459 | Zig:21   | Killed Tautsofo the pandemonium lord
342460 | Zig:21   | Noticed Icifos the pandemonium lord
342460 | Zig:21   | Noticed Racer the pandemonium lord
342460 | Zig:21   | Killed Catel the pandemonium lord
342460 | Zig:21   | Killed Wulaf the pandemonium lord
342460 | Zig:21   | Killed Kearek the pandemonium lord
342461 | Zig:21   | Noticed Ceanluliopi the pandemonium lord
342462 | Zig:21   | Noticed Irunk the pandemonium lord
342462 | Zig:21   | Killed Itweak Wixu the pandemonium lord
342462 | Zig:21   | Killed Qoap the pandemonium lord
342463 | Zig:21   | Noticed Dadit the pandemonium lord
342463 | Zig:21   | Noticed Cuxec the pandemonium lord
342463 | Zig:21   | Noticed Gunes the pandemonium lord
342463 | Zig:21   | Noticed Geof Alo the pandemonium lord
342464 | Zig:21   | Noticed Futral the pandemonium lord
342466 | Zig:21   | Noticed Rohefouronk the pandemonium lord
342468 | Zig:21   | Killed Silith the pandemonium lord
342468 | Zig:21   | Killed Owyd the pandemonium lord
342468 | Zig:21   | Killed Xiegiclo the pandemonium lord
342468 | Zig:21   | Killed Mokiades the pandemonium lord
342468 | Zig:21   | Killed Nuweys Obero the pandemonium lord
342468 | Zig:21   | Killed Acsebrarr the pandemonium lord
342468 | Zig:21   | Killed Sunad the pandemonium lord
342468 | Zig:21   | Killed Ewakh the pandemonium lord
342468 | Zig:21   | Killed Xuupt the pandemonium lord
342468 | Zig:21   | Killed Kivaw the pandemonium lord
342469 | Zig:21   | Noticed Rexiq the pandemonium lord
342469 | Zig:21   | Noticed Ucridaus the pandemonium lord
342469 | Zig:21   | Killed Ycogu the pandemonium lord
342471 | Zig:21   | Noticed Motaut the pandemonium lord
342471 | Zig:21   | Noticed Tits the pandemonium lord
342471 | Zig:21   | Noticed Kyikhisa the pandemonium lord
342471 | Zig:21   | Killed Nyvoxt the pandemonium lord
342471 | Zig:21   | Killed Afiedeytt the pandemonium lord
342471 | Zig:21   | Killed Jeikicsa the pandemonium lord
342471 | Zig:21   | Killed Jehy the pandemonium lord
342471 | Zig:21   | Killed Kyikhisa the pandemonium lord
342472 | Zig:21   | Noticed Loasim the pandemonium lord
342473 | Zig:21   | Noticed Geod the pandemonium lord
342473 | Zig:21   | Noticed Zisiog the pandemonium lord
342473 | Zig:21   | Killed Wuczecer the pandemonium lord
342473 | Zig:21   | Killed Rohefouronk the pandemonium lord
342473 | Zig:21   | Killed Futral the pandemonium lord
342473 | Zig:21   | Killed Irunk the pandemonium lord
342474 | Zig:21   | Noticed Catove the pandemonium lord
342475 | Zig:21   | Killed Oclox the pandemonium lord
342475 | Zig:21   | Killed Tits the pandemonium lord
342475 | Zig:21   | Killed Yxiz the pandemonium lord
342475 | Zig:21   | Killed Maebleuc the pandemonium lord
342476 | Zig:21   | Noticed Buirphes the pandemonium lord
342476 | Zig:21   | Noticed Roacaalu the pandemonium lord
342477 | Zig:21   | Noticed Tomamnanot the pandemonium lord
342479 | Zig:21   | Noticed Raruv the pandemonium lord
342480 | Zig:21   | Noticed Hassuon the pandemonium lord
342481 | Zig:21   | Killed Pymynkacw the pandemonium lord
342482 | Zig:21   | Killed Dadit the pandemonium lord
342482 | Zig:21   | Killed Xigoluog the pandemonium lord
342482 | Zig:21   | Killed Kiluruc the pandemonium lord
342482 | Zig:21   | Killed Cuxec the pandemonium lord
342482 | Zig:21   | Killed Tomamnanot the pandemonium lord
342482 | Zig:21   | Killed Hotaigon the pandemonium lord
342482 | Zig:21   | Killed Buirphes the pandemonium lord
342483 | Zig:21   | Killed Nefuq the pandemonium lord
342483 | Zig:21   | Killed Geod the pandemonium lord
342484 | Zig:21   | Killed Quegakim the pandemonium lord
342484 | Zig:21   | Killed Qintar the pandemonium lord
342484 | Zig:21   | Killed Cugabadd the pandemonium lord
342484 | Zig:21   | Killed Xath the pandemonium lord
342484 | Zig:21   | Killed Fazxa the pandemonium lord
342484 | Zig:21   | Killed Leassaiss the pandemonium lord
342484 | Zig:21   | Killed Omucurph the pandemonium lord
342484 | Zig:21   | Killed Zisiog the pandemonium lord
342484 | Zig:21   | Killed Huod the pandemonium lord
342485 | Zig:21   | Noticed Veyguw the pandemonium lord
342485 | Zig:21   | Killed Loasim the pandemonium lord
342485 | Zig:21   | Killed Catove the pandemonium lord
342485 | Zig:21   | Killed Hassuon the pandemonium lord
342485 | Zig:21   | Killed Ucridaus the pandemonium lord
342485 | Zig:21   | Killed Comp the pandemonium lord
342485 | Zig:21   | Killed Rexiq the pandemonium lord
342486 | Zig:21   | Noticed Fichi the pandemonium lord
342486 | Zig:21   | Noticed Lodghumm the pandemonium lord
342486 | Zig:21   | Noticed Laisih the pandemonium lord
342487 | Zig:21   | Noticed Meem the pandemonium lord
342487 | Zig:21   | Noticed Mahil the pandemonium lord
342487 | Zig:21   | Noticed Bamnin Zierr the pandemonium lord
342488 | Zig:21   | Noticed Pofuoqu the pandemonium lord
342488 | Zig:21   | Noticed Xuiretas the pandemonium lord
342488 | Zig:21   | Noticed Likkeamo the pandemonium lord
342489 | Zig:21   | Noticed Myupuiwk the pandemonium lord
342489 | Zig:21   | Killed Motaut the pandemonium lord
342489 | Zig:21   | Killed Racer the pandemonium lord
342490 | Zig:21   | Noticed Qaikhlun the pandemonium lord
342490 | Zig:21   | Noticed Vuitumif the pandemonium lord
342490 | Zig:21   | Killed Geof Alo the pandemonium lord
342490 | Zig:21   | Killed Ceanluliopi the pandemonium lord
342490 | Zig:21   | Killed Uziteagrau the pandemonium lord
342490 | Zig:21   | Killed Kogid the pandemonium lord
342490 | Zig:21   | Killed Raruv the pandemonium lord
342491 | Zig:21   | Noticed Coofyh the pandemonium lord
342492 | Zig:21   | Noticed Febic the pandemonium lord
342492 | Zig:21   | Killed Qaikhlun the pandemonium lord
342492 | Zig:21   | Killed Myupuiwk the pandemonium lord
342492 | Zig:21   | Killed Xuiretas the pandemonium lord
342492 | Zig:21   | Killed Meem the pandemonium lord
342493 | Zig:21   | Noticed Wianeate the pandemonium lord
342493 | Zig:21   | Noticed Gobuw the pandemonium lord
342493 | Zig:21   | Killed Bamnin Zierr the pandemonium lord
342494 | Zig:21   | Noticed Jojuamn the pandemonium lord
342494 | Zig:21   | Noticed Nucomm the pandemonium lord
342494 | Zig:21   | Noticed Paen the pandemonium lord
342494 | Zig:21   | Noticed Qatebb the pandemonium lord
342494 | Zig:21   | Killed Veyguw the pandemonium lord
342494 | Zig:21   | Killed Fichi the pandemonium lord
342494 | Zig:21   | Killed Mosaseup the pandemonium lord
342494 | Zig:21   | Killed Icifos the pandemonium lord
342494 | Zig:21   | Killed Vuitumif the pandemonium lord
342494 | Zig:21   | Killed Likkeamo the pandemonium lord
342495 | Zig:21   | Noticed Zuoh the pandemonium lord
342495 | Zig:21   | Noticed Bied the pandemonium lord
342495 | Zig:21   | Killed Coofyh the pandemonium lord
342495 | Zig:21   | Killed Febic the pandemonium lord
342495 | Zig:21   | Killed Kuobon the pandemonium lord
342495 | Zig:21   | Killed Otynusyg the pandemonium lord
342496 | Zig:21   | Noticed Anoggiemea the pandemonium lord
342496 | Zig:21   | Noticed Ruiss the pandemonium lord
342496 | Zig:21   | Noticed Jeac the pandemonium lord
342497 | Zig:21   | Noticed Zunap the pandemonium lord
342497 | Zig:21   | Noticed Cejoc the pandemonium lord
342497 | Zig:21   | Noticed Miubid the pandemonium lord
342498 | Zig:21   | Noticed Voumisul the pandemonium lord
342498 | Zig:21   | Noticed Woter the pandemonium lord
342498 | Zig:21   | Noticed Rimnogy the pandemonium lord
342499 | Zig:21   | Noticed Qyatiz the pandemonium lord
342499 | Zig:21   | Killed Laisih the pandemonium lord
342499 | Zig:21   | Killed Pofuoqu the pandemonium lord
342500 | Zig:21   | Killed Nucomm the pandemonium lord
342501 | Zig:21   | Noticed Sife the pandemonium lord
342502 | Zig:21   | Killed Rimnogy the pandemonium lord
342502 | Zig:21   | Killed Lodghumm the pandemonium lord
342503 | Zig:21   | Killed Jojuamn the pandemonium lord
342504 | Zig:21   | Killed Roacaalu the pandemonium lord
342504 | Zig:21   | Killed Zuoh the pandemonium lord
342506 | Zig:21   | Noticed Kiongesk the pandemonium lord
342509 | Zig:21   | Noticed Neur the pandemonium lord
342513 | Zig:21   | Noticed Hurontip the pandemonium lord
342513 | Zig:21   | Noticed Gisenlug the pandemonium lord
342513 | Zig:21   | Killed Anoggiemea the pandemonium lord
342513 | Zig:21   | Killed Qyatiz the pandemonium lord
342513 | Zig:21   | Killed Voumisul the pandemonium lord
342514 | Zig:21   | Noticed Epteh the pandemonium lord
342515 | Zig:21   | Noticed Qouwno Iloy the pandemonium lord
342515 | Zig:21   | Killed Jeac the pandemonium lord
342516 | Zig:21   | Killed Sife the pandemonium lord
342517 | Zig:21   | Killed Zunap the pandemonium lord
342518 | Zig:21   | Killed Ruiss the pandemonium lord
342518 | Zig:21   | Killed Gunes the pandemonium lord
342519 | Zig:21   | Noticed Diytyica the pandemonium lord
342519 | Zig:21   | Noticed Vuutukir the pandemonium lord
342519 | Zig:21   | Noticed Uzay the pandemonium lord
342520 | Zig:21   | Noticed Idiabra the pandemonium lord
342520 | Zig:21   | Noticed Wealuuts the pandemonium lord
342520 | Zig:21   | Noticed Hupuab the pandemonium lord
342522 | Zig:21   | Killed Qatebb the pandemonium lord
342522 | Zig:21   | Killed Weit Agg the pandemonium lord
342522 | Zig:21   | Killed Miubid the pandemonium lord
342522 | Zig:21   | Killed Bied the pandemonium lord
342522 | Zig:21   | Killed Mahil the pandemonium lord
342522 | Zig:21   | Killed Wianeate the pandemonium lord
342524 | Zig:21   | Noticed Uwog the pandemonium lord
342524 | Zig:21   | Noticed Maguegium the pandemonium lord
342524 | Zig:21   | Killed Gisenlug the pandemonium lord
342524 | Zig:21   | Killed Gobuw the pandemonium lord
342525 | Zig:21   | Killed Paen the pandemonium lord
342525 | Zig:21   | Killed Epteh the pandemonium lord
342526 | Zig:21   | Noticed Hutzoun the pandemonium lord
342526 | Zig:21   | Killed Vuutukir the pandemonium lord
342526 | Zig:21   | Killed Qouwno Iloy the pandemonium lord
342526 | Zig:21   | Killed Cejoc the pandemonium lord
342527 | Zig:21   | Noticed Wodwoq the pandemonium lord
342528 | Zig:21   | Noticed Sesmuan the pandemonium lord
342528 | Zig:21   | Noticed Orouheun the pandemonium lord
342529 | Zig:21   | Noticed Zisk the pandemonium lord
342529 | Zig:21   | Noticed Qunteam the pandemonium lord
342531 | Zig:21   | Noticed Synosmes the pandemonium lord
342531 | Zig:21   | Noticed Ebied the pandemonium lord
342532 | Zig:21   | Noticed Kiys the pandemonium lord
342532 | Zig:21   | Noticed Pacy the pandemonium lord
342532 | Zig:21   | Killed Maguegium the pandemonium lord
342532 | Zig:21   | Killed Woter the pandemonium lord
342532 | Zig:21   | Killed Zisk the pandemonium lord
342532 | Zig:21   | Killed Neur the pandemonium lord
342534 | Zig:21   | Noticed Kest the pandemonium lord
342534 | Zig:21   | Killed Wealuuts the pandemonium lord
342534 | Zig:21   | Killed Hupuab the pandemonium lord
342534 | Zig:21   | Killed Ebied the pandemonium lord
342534 | Zig:21   | Killed Uzay the pandemonium lord
342534 | Zig:21   | Killed Hutzoun the pandemonium lord
342534 | Zig:21   | Killed Pacy the pandemonium lord
342535 | Zig:21   | Killed Wodwoq the pandemonium lord
342535 | Zig:21   | Killed Kiongesk the pandemonium lord
342535 | Zig:21   | Killed Orouheun the pandemonium lord
342536 | Zig:21   | Noticed Nibleuff the pandemonium lord
342537 | Zig:21   | Noticed Quawij the pandemonium lord
342537 | Zig:21   | Noticed Suusoyrch the pandemonium lord
342537 | Zig:21   | Killed Ulluejo the pandemonium lord
342537 | Zig:21   | Killed Lehaow the pandemonium lord
342538 | Zig:21   | Noticed Xicad Bit the pandemonium lord
342539 | Zig:21   | Noticed Yckaipt the pandemonium lord
342539 | Zig:21   | Noticed Wesuwn the pandemonium lord
342540 | Zig:21   | Noticed Veomuzu the pandemonium lord
342541 | Zig:21   | Killed Nibleuff the pandemonium lord
342541 | Zig:21   | Killed Wesuwn the pandemonium lord
342541 | Zig:21   | Killed Kiys the pandemonium lord
342541 | Zig:21   | Killed Diytyica the pandemonium lord
342541 | Zig:21   | Killed Xicad Bit the pandemonium lord
342541 | Zig:21   | Killed Istorot the pandemonium lord
342541 | Zig:21   | Killed Quawij the pandemonium lord
342542 | Zig:21   | Noticed Micigoasm the pandemonium lord
342542 | Zig:21   | Noticed Ryruikk the pandemonium lord
342543 | Zig:21   | Killed Yckaipt the pandemonium lord
342543 | Zig:21   | Killed Qunteam the pandemonium lord
342544 | Zig:21   | Killed Micigoasm the pandemonium lord
342545 | Zig:21   | Noticed Uzinetwu the pandemonium lord
342546 | Zig:21   | Noticed Beppo the pandemonium lord
342546 | Zig:21   | Killed Veomuzu the pandemonium lord
342546 | Zig:21   | Killed Ryruikk the pandemonium lord
342546 | Zig:21   | Killed Kest the pandemonium lord
342546 | Zig:21   | Killed Suusoyrch the pandemonium lord
342547 | Zig:21   | Noticed Wedet the pandemonium lord
342547 | Zig:21   | Noticed Yrghab the pandemonium lord
342547 | Zig:21   | Killed Uwog the pandemonium lord
342548 | Zig:21   | Noticed Toonyff the pandemonium lord
342548 | Zig:21   | Killed Beppo the pandemonium lord
342548 | Zig:21   | Killed Hurontip the pandemonium lord
342549 | Zig:21   | Noticed Zixzi the pandemonium lord
342550 | Zig:21   | Noticed Kiuq the pandemonium lord
342550 | Zig:21   | Killed Toonyff the pandemonium lord
342551 | Zig:21   | Noticed Caopumos the pandemonium lord
342551 | Zig:21   | Noticed Fehey the pandemonium lord
342551 | Zig:21   | Noticed Biniov the pandemonium lord
342551 | Zig:21   | Noticed Ylimoiwe the pandemonium lord
342552 | Zig:21   | Noticed Gogott the pandemonium lord
342552 | Zig:21   | Killed Ejihuru the pandemonium lord
342552 | Zig:21   | Killed Synosmes the pandemonium lord
342552 | Zig:21   | Killed Pishisof the pandemonium lord
342553 | Zig:21   | Noticed Upuavow the pandemonium lord
342553 | Zig:21   | Noticed Lack the pandemonium lord
342554 | Zig:21   | Noticed Walunnuh the pandemonium lord
342555 | Zig:21   | Noticed Ocag the pandemonium lord
342556 | Zig:21   | Killed Lack the pandemonium lord
342556 | Zig:21   | Killed Caopumos the pandemonium lord
342558 | Zig:21   | Noticed Labees the pandemonium lord
342558 | Zig:21   | Killed Upuavow the pandemonium lord
342558 | Zig:21   | Killed Yrghab the pandemonium lord
342558 | Zig:21   | Killed Sesmuan the pandemonium lord
342560 | Zig:21   | Noticed Laruedgh the pandemonium lord
342560 | Zig:21   | Killed Kiuq the pandemonium lord
342562 | Zig:21   | Noticed Sofasy the pandemonium lord
342562 | Zig:21   | Noticed Koarel the pandemonium lord
342562 | Zig:21   | Noticed Giwizeog the pandemonium lord
342562 | Zig:21   | Killed Ocag the pandemonium lord
342563 | Zig:21   | Noticed Jyfysuyd the pandemonium lord
342564 | Zig:21   | Killed Fehey the pandemonium lord
342565 | Zig:21   | Noticed Baubloil the pandemonium lord
342565 | Zig:21   | Noticed Iclid the pandemonium lord
342565 | Zig:21   | Killed Toxor the pandemonium lord
342565 | Zig:21   | Killed Biniov the pandemonium lord
342566 | Zig:21   | Noticed Ojao the pandemonium lord
342566 | Zig:21   | Noticed Navun the pandemonium lord
342567 | Zig:21   | Noticed Uboineth the pandemonium lord
342567 | Zig:21   | Noticed Orycaggo the pandemonium lord
342567 | Zig:21   | Killed Ylimoiwe the pandemonium lord
342567 | Zig:21   | Killed Iclid the pandemonium lord
342567 | Zig:21   | Killed Idiabra the pandemonium lord
342567 | Zig:21   | Killed Wedet the pandemonium lord
342567 | Zig:21   | Killed Laruedgh the pandemonium lord
342567 | Zig:21   | Killed Hatoq the pandemonium lord
342567 | Zig:21   | Killed Baubloil the pandemonium lord
342568 | Zig:21   | Killed Uzinetwu the pandemonium lord
342568 | Zig:21   | Killed Labees the pandemonium lord
342569 | Zig:21   | Noticed Wuxyomp the pandemonium lord
342569 | Zig:21   | Noticed Ibixun the pandemonium lord
342569 | Zig:21   | Noticed Lozopek the pandemonium lord
342569 | Zig:21   | Noticed Vidafun the pandemonium lord
342571 | Zig:21   | Killed Gogott the pandemonium lord
342571 | Zig:21   | Killed Navun the pandemonium lord
342572 | Zig:21   | Noticed Morak the pandemonium lord
342573 | Zig:21   | Noticed Dosilos the pandemonium lord
342574 | Zig:21   | Noticed Woshroax the pandemonium lord
342574 | Zig:21   | Noticed Afeasuok the pandemonium lord
342575 | Zig:21   | Noticed Nonnul the pandemonium lord
342575 | Zig:21   | Killed Uboineth the pandemonium lord
342575 | Zig:21   | Killed Vidafun the pandemonium lord
342575 | Zig:21   | Killed Wuxyomp the pandemonium lord
342576 | Zig:21   | Noticed Ikoteigo the pandemonium lord
342577 | Zig:21   | Noticed Guirrouc the pandemonium lord
342577 | Zig:21   | Killed Biwug the pandemonium lord
342577 | Zig:21   | Killed Walunnuh the pandemonium lord
342578 | Zig:21   | Noticed Berug the pandemonium lord
342579 | Zig:21   | Noticed Wuaduas the pandemonium lord
342579 | Zig:21   | Noticed Yneluu the pandemonium lord
342579 | Zig:21   | Noticed Dilecir the pandemonium lord
342582 | Zig:21   | Noticed Zaiseno the pandemonium lord
342583 | Zig:21   | Killed Berug the pandemonium lord
342583 | Zig:21   | Killed Afeasuok the pandemonium lord
342585 | Zig:21   | Killed Ikoteigo the pandemonium lord
342586 | Zig:21   | Noticed Xeic the pandemonium lord
342586 | Zig:21   | Killed Guirrouc the pandemonium lord
342587 | Zig:21   | Noticed Eczidan the pandemonium lord
342587 | Zig:21   | Killed Wuaduas the pandemonium lord
342589 | Zig:21   | Noticed Asisid the pandemonium lord
342590 | Zig:21   | Noticed Boiged the pandemonium lord
342590 | Zig:21   | Killed Woshroax the pandemonium lord
342592 | Zig:21   | Noticed Famaguiss the pandemonium lord
342592 | Zig:21   | Killed Koarel the pandemonium lord
342594 | Zig:21   | Noticed Etteho the pandemonium lord
342594 | Zig:21   | Noticed Badun the pandemonium lord
342594 | Zig:21   | Killed Morak the pandemonium lord
342594 | Zig:21   | Killed Yneluu the pandemonium lord
342594 | Zig:21   | Killed Ojao the pandemonium lord
342594 | Zig:21   | Killed Giwizeog the pandemonium lord
342595 | Zig:21   | Killed Zixzi the pandemonium lord
342595 | Zig:21   | Killed Laonocip the pandemonium lord
342596 | Zig:21   | Noticed Boarasiv the pandemonium lord
342596 | Zig:21   | Noticed Leskamev the pandemonium lord
342596 | Zig:21   | Killed Jyfysuyd the pandemonium lord
342597 | Zig:21   | Noticed Edwusux the pandemonium lord
342597 | Zig:21   | Noticed Atotzen the pandemonium lord
342597 | Zig:21   | Noticed Vaonezum the pandemonium lord
342597 | Zig:21   | Killed Sofasy the pandemonium lord
342597 | Zig:21   | Killed Nonnul the pandemonium lord
342601 | Zig:21   | Noticed Woad Esch the pandemonium lord
342603 | Zig:21   | Noticed Ropatamp the pandemonium lord
342604 | Zig:21   | Killed Ibixun the pandemonium lord
342605 | Zig:21   | Killed Dosilos the pandemonium lord
342609 | Zig:21   | Killed Boarasiv the pandemonium lord
342611 | Zig:21   | Noticed Ahyl the pandemonium lord
342612 | Zig:21   | Noticed Joho Ucucs the pandemonium lord
342613 | Zig:21   | Killed Boiged the pandemonium lord
342613 | Zig:21   | Killed Atotzen the pandemonium lord
342613 | Zig:21   | Killed Edwusux the pandemonium lord
342614 | Zig:21   | Killed Orycaggo the pandemonium lord
342616 | Zig:21   | Killed Xeic the pandemonium lord
342616 | Zig:21   | Killed Ropatamp the pandemonium lord
342616 | Zig:21   | Killed Lozopek the pandemonium lord
342617 | Zig:21   | Noticed Tub Qif the pandemonium lord
342619 | Zig:21   | Noticed Pezed the pandemonium lord
342619 | Zig:21   | Killed Eczidan the pandemonium lord
342619 | Zig:21   | Killed Asisid the pandemonium lord
342622 | Zig:21   | Killed Ahyl the pandemonium lord
342622 | Zig:21   | Killed Leskamev the pandemonium lord
342623 | Zig:21   | Noticed Pysadutu the pandemonium lord
342624 | Zig:21   | Noticed Zaru the pandemonium lord
342624 | Zig:21   | Killed Famaguiss the pandemonium lord
342626 | Zig:21   | Noticed Ickua the pandemonium lord
342626 | Zig:21   | Killed Woad Esch the pandemonium lord
342626 | Zig:21   | Killed Etteho the pandemonium lord
342626 | Zig:21   | Killed Badun the pandemonium lord
342627 | Zig:21   | Noticed Puwyneon the pandemonium lord
342627 | Zig:21   | Noticed Tolecam the pandemonium lord
342627 | Zig:21   | Noticed Zoklutwui the pandemonium lord
342627 | Zig:21   | Killed Tub Qif the pandemonium lord
342628 | Zig:21   | Noticed Vepy the pandemonium lord
342628 | Zig:21   | Noticed Egaqogi the pandemonium lord
342628 | Zig:21   | Killed Zaiseno the pandemonium lord
342628 | Zig:21   | Killed Zoklutwui the pandemonium lord
342629 | Zig:21   | Noticed Qivaghy the pandemonium lord
342629 | Zig:21   | Noticed Dobusteo the pandemonium lord
342631 | Zig:21   | Noticed Qaun the pandemonium lord
342631 | Zig:21   | Noticed Woaxtuor the pandemonium lord
342632 | Zig:21   | Noticed Itohekus the pandemonium lord
342632 | Zig:21   | Noticed Julu the pandemonium lord
342632 | Zig:21   | Killed Vaonezum the pandemonium lord
342632 | Zig:21   | Killed Pezed the pandemonium lord
342633 | Zig:21   | Killed Qaun the pandemonium lord
342633 | Zig:21   | Killed Tolecam the pandemonium lord
342633 | Zig:21   | Killed Itohekus the pandemonium lord
342633 | Zig:21   | Killed Vepy the pandemonium lord
342633 | Zig:21   | Killed Julu the pandemonium lord
342633 | Zig:21   | Killed Zaru the pandemonium lord
342634 | Zig:21   | Noticed Nonut the pandemonium lord
342635 | Zig:21   | Killed Egaqogi the pandemonium lord
342636 | Zig:21   | Noticed Rafeyfor the pandemonium lord
342636 | Zig:21   | Noticed Guitrim the pandemonium lord
342636 | Zig:21   | Killed Rafeyfor the pandemonium lord
342636 | Zig:21   | Killed Guitrim the pandemonium lord
342636 | Zig:21   | Killed Qivaghy the pandemonium lord
342636 | Zig:21   | Killed Ickua the pandemonium lord
342636 | Zig:21   | Killed Nygoul the pandemonium lord
342636 | Zig:21   | Killed Nonut the pandemonium lord
342639 | Zig:21   | Killed Woaxtuor the pandemonium lord
342639 | Zig:21   | Killed Pysadutu the pandemonium lord
342639 | Zig:21   | Killed Heg Otu the pandemonium lord
342641 | Zig:21   | Noticed Puhacsie the pandemonium lord
342642 | Zig:21   | Noticed Uhaotu the pandemonium lord
342642 | Zig:21   | Killed Xeratt the pandemonium lord
342643 | Zig:21   | Noticed Nisisoer the pandemonium lord
342643 | Zig:21   | Noticed Vagohuom the pandemonium lord
342643 | Zig:21   | Killed Puhacsie the pandemonium lord
342643 | Zig:21   | Killed Joho Ucucs the pandemonium lord
342643 | Zig:21   | Killed Cyijaig the pandemonium lord
342643 | Zig:21   | Killed Rafi the pandemonium lord
342643 | Zig:21   | Killed Dobusteo the pandemonium lord
342644 | Zig:21   | Noticed Vyula the pandemonium lord
342644 | Zig:21   | Noticed Qonugan the pandemonium lord
342644 | Zig:21   | Killed Puwyneon the pandemonium lord
342644 | Zig:21   | Killed Buuzxuar the pandemonium lord
342645 | Zig:21   | Noticed Bixac the pandemonium lord
342645 | Zig:21   | Noticed Jitefram the pandemonium lord
342645 | Zig:21   | Noticed Ydghugar the pandemonium lord
342646 | Zig:21   | Noticed Vety the pandemonium lord
342646 | Zig:21   | Killed Qonugan the pandemonium lord
342646 | Zig:21   | Killed Bixac the pandemonium lord
342646 | Zig:21   | Killed Uhaotu the pandemonium lord
342646 | Zig:21   | Killed Ydghugar the pandemonium lord
342646 | Zig:21   | Killed Nisisoer the pandemonium lord
342646 | Zig:21   | Killed Dilecir the pandemonium lord
342647 | Zig:21   | Noticed Ovveypt the pandemonium lord
342648 | Zig:21   | Noticed Qawyop the pandemonium lord
342648 | Zig:21   | Noticed Zebeppah the pandemonium lord
342649 | Zig:21   | Killed Vyula the pandemonium lord
342649 | Zig:21   | Killed Vety the pandemonium lord
342650 | Zig:21   | Noticed Afitueh the pandemonium lord
342652 | Zig:21   | Noticed Maetoet the pandemonium lord
342655 | Zig:21   | Killed Sumecw the pandemonium lord
342655 | Zig:21   | Killed Jitefram the pandemonium lord
342655 | Zig:21   | Killed Qawyop the pandemonium lord
342656 | Zig:21   | Noticed Heazet the pandemonium lord
342656 | Zig:21   | Noticed Ymmyvej the pandemonium lord
342656 | Zig:21   | Noticed Egrysu the pandemonium lord
342657 | Zig:21   | Noticed Bekuf the pandemonium lord
342657 | Zig:21   | Noticed Vadunos the pandemonium lord
342657 | Zig:21   | Killed Ovveypt the pandemonium lord
342657 | Zig:21   | Killed Qohi the pandemonium lord
342658 | Zig:21   | Noticed Gifatuumaff the pandemonium lord
342658 | Zig:21   | Killed Vagohuom the pandemonium lord
342658 | Zig:21   | Killed Zoyjuq the pandemonium lord
342658 | Zig:21   | Killed Maetoet the pandemonium lord
342658 | Zig:21   | Killed Egrysu the pandemonium lord
342659 | Zig:21   | Noticed Qoletz the pandemonium lord
342659 | Zig:21   | Noticed Nanin the pandemonium lord
342659 | Zig:21   | Killed Bekuf the pandemonium lord
342660 | Zig:21   | Noticed Cylusm the pandemonium lord
342660 | Zig:21   | Noticed Iliuzxoa the pandemonium lord
342660 | Zig:21   | Noticed Cerrywna the pandemonium lord
342661 | Zig:21   | Noticed Qalimmue the pandemonium lord
342662 | Zig:21   | Noticed Cyckoppe the pandemonium lord
342662 | Zig:21   | Noticed Paepli the pandemonium lord
342662 | Zig:21   | Noticed Sucvuc the pandemonium lord
342664 | Zig:21   | Noticed Elluan the pandemonium lord
342664 | Zig:21   | Killed Vadunos the pandemonium lord
342664 | Zig:21   | Killed Gifatuumaff the pandemonium lord
342664 | Zig:21   | Killed Heazet the pandemonium lord
342664 | Zig:21   | Killed Ymmyvej the pandemonium lord
342664 | Zig:21   | Killed Afitueh the pandemonium lord
342664 | Zig:21   | Killed Qoletz the pandemonium lord
342665 | Zig:21   | Noticed Ehysyfod the pandemonium lord
342667 | Zig:21   | Noticed Malasaq the pandemonium lord
342667 | Zig:21   | Killed Cyckoppe the pandemonium lord
342668 | Zig:21   | Noticed Kaasah the pandemonium lord
342668 | Zig:21   | Noticed Omiulou the pandemonium lord
342669 | Zig:21   | Noticed Jofirph the pandemonium lord
342669 | Zig:21   | Noticed Ywofror the pandemonium lord
342670 | Zig:21   | Noticed Peserch the pandemonium lord
342670 | Zig:21   | Killed Peserch the pandemonium lord
342670 | Zig:21   | Killed Cylusm the pandemonium lord
342671 | Zig:21   | Noticed Fojiawun the pandemonium lord
342672 | Zig:21   | Noticed Bamen the pandemonium lord
342672 | Zig:21   | Killed Iliuzxoa the pandemonium lord
342672 | Zig:21   | Killed Malasaq the pandemonium lord
342673 | Zig:21   | Noticed Caxzo the pandemonium lord
342675 | Zig:21   | Killed Jofirph the pandemonium lord
342675 | Zig:21   | Killed Caxzo the pandemonium lord
342675 | Zig:21   | Killed Kaasah the pandemonium lord
342675 | Zig:21   | Killed Paepli the pandemonium lord
342676 | Zig:21   | Noticed Sex Side the pandemonium lord
342676 | Zig:21   | Killed Cerrywna the pandemonium lord
342678 | Zig:21   | Noticed Evick the pandemonium lord
342678 | Zig:21   | Noticed Povvirgh the pandemonium lord
342678 | Zig:21   | Killed Ehysyfod the pandemonium lord
342679 | Zig:21   | Killed Sucvuc the pandemonium lord
342680 | Zig:21   | Killed Nanin the pandemonium lord
342680 | Zig:21   | Killed Elluan the pandemonium lord
342680 | Zig:21   | Killed Evick the pandemonium lord
342681 | Zig:21   | Noticed Leruoxoc the pandemonium lord
342681 | Zig:21   | Noticed Pos Jipp the pandemonium lord
342681 | Zig:21   | Killed Omiulou the pandemonium lord
342681 | Zig:21   | Killed Bamen the pandemonium lord
342681 | Zig:21   | Killed Qalimmue the pandemonium lord
342682 | Zig:21   | Killed Zebeppah the pandemonium lord
342683 | Zig:21   | Noticed Konu Bad the pandemonium lord
342684 | Zig:21   | Noticed Fonn the pandemonium lord
342684 | Zig:21   | Killed Povvirgh the pandemonium lord
342686 | Zig:21   | Noticed Qemohic the pandemonium lord
342686 | Zig:21   | Noticed Oloklunt the pandemonium lord
342687 | Zig:21   | Noticed Ocvil the pandemonium lord
342688 | Zig:21   | Killed Pos Jipp the pandemonium lord
342688 | Zig:21   | Killed Oloklunt the pandemonium lord
342688 | Zig:21   | Killed Fojiawun the pandemonium lord
342689 | Zig:21   | Noticed Bady the pandemonium lord
342689 | Zig:21   | Killed Ocvil the pandemonium lord
342690 | Zig:21   | Noticed Gifef the pandemonium lord
342690 | Zig:21   | Noticed Nuol the pandemonium lord
342692 | Zig:21   | Killed Sex Side the pandemonium lord
342692 | Zig:21   | Killed Ywofror the pandemonium lord
342693 | Zig:21   | Noticed Egiask the pandemonium lord
342693 | Zig:21   | Noticed Toli the pandemonium lord
342693 | Zig:21   | Killed Bady the pandemonium lord
342693 | Zig:21   | Killed Nuol the pandemonium lord
342693 | Zig:21   | Killed Qemohic the pandemonium lord
342693 | Zig:21   | Killed Leruoxoc the pandemonium lord
342694 | Zig:21   | Noticed Afissaut the pandemonium lord
342694 | Zig:21   | Killed Fonn the pandemonium lord
342695 | Zig:21   | Noticed Atynaq the pandemonium lord
342695 | Zig:21   | Noticed Ziocaryjy the pandemonium lord
342700 | Zig:21   | Killed Gifef the pandemonium lord
342701 | Zig:21   | Noticed Bagul the pandemonium lord
342701 | Zig:21   | Killed Toli the pandemonium lord
342703 | Zig:21   | Noticed Alaco the pandemonium lord
342705 | Zig:21   | Noticed Donkavy the pandemonium lord
342705 | Zig:21   | Noticed Oblaifro the pandemonium lord
342705 | Zig:21   | Noticed Uguunwy the pandemonium lord
342705 | Zig:21   | Noticed Sybext the pandemonium lord
342706 | Zig:21   | Noticed Tofot the pandemonium lord
342711 | Zig:21   | Killed Alaco the pandemonium lord
342712 | Zig:21   | Noticed Juob the pandemonium lord
342714 | Zig:21   | Killed Konu Bad the pandemonium lord
342716 | Zig:21   | Killed Tofot the pandemonium lord
342717 | Zig:21   | Noticed Wouteog the pandemonium lord
342717 | Zig:21   | Killed Egiask the pandemonium lord
342718 | Zig:21   | Killed Atynaq the pandemonium lord
342718 | Zig:21   | Killed Uguunwy the pandemonium lord
342718 | Zig:21   | Killed Sybext the pandemonium lord
342718 | Zig:21   | Killed Bagul the pandemonium lord
342720 | Zig:21   | Killed Oblaifro the pandemonium lord
342721 | Zig:21   | Killed Afissaut the pandemonium lord
342724 | Zig:21   | Killed Juob the pandemonium lord
342724 | Zig:21   | Killed Donkavy the pandemonium lord
342726 | Zig:21   | Killed Wouteog the pandemonium lord
342729 | Zig:21   | Killed Ziocaryjy the pandemonium lord
342734 | Zig:21   | Noticed Dyripuma the pandemonium lord
342735 | Zig:21   | Killed Akhluocel the pandemonium lord
342736 | Zig:21   | Noticed Qappogoo the pandemonium lord
342738 | Zig:21   | Killed Roghao the pandemonium lord
342741 | Zig:21   | Noticed Ympi the pandemonium lord
342741 | Zig:21   | Noticed Simnyapp the pandemonium lord
342743 | Zig:21   | Killed Ympi the pandemonium lord
342743 | Zig:21   | Killed Qappogoo the pandemonium lord
342744 | Zig:21   | Killed Simnyapp the pandemonium lord
342746 | Zig:21   | Noticed Icijaihu the pandemonium lord
342749 | Zig:21   | Killed Icijaihu the pandemonium lord
342749 | Zig:21   | Killed Dyripuma the pandemonium lord
342836 | Zig:21   | Identified Tilikk's Collected Works on Toxins and Fire
342843 | Zig:21   | Got a fine brass ring
342845 | Zig:21   | Identified the ring "Pair" {rPois rF+++ rC- MR- Int+10} (You found it on level 21 of a ziggurat)
342855 | Zig:21   | Got a crude jade ring
342857 | Zig:21   | Identified the ring of Ucvoq {Wiz rN++ Str+7 Dex-3} (You found it on level 21 of a ziggurat)
342875 | Zig:21   | Got a vibrating granite ring
342876 | Zig:21   | Identified the ring "Ikuw" {rN+ MP+9 Str+4 Int+2} (You found it on level 21 of a ziggurat)
342880 | Zig:21   | Got a crude silver ring
342881 | Zig:21   | Identified the ring "Aneast" {+Fly rN+ MR+} (You found it on level 21 of a ziggurat)
343110 | Zig:22   | Entered Level 22 of a ziggurat
343433 | Zig:22   | Got a vibrating amethyst amulet
343434 | Zig:22   | Identified the amulet "Qiborivu" {Inacc +Fly Dex+3} (You found it on level 22 of a ziggurat)
343474 | Zig:22   | Identified the +0 hat "Vuriac" {+Inv rN+ Int+3} (You found it on level 22 of a ziggurat)
343579 | Zig:22   | Identified the +7 broad axe "Xesydad" {pain, Dex+9} (You found it on level 22 of a ziggurat)
343610 | Zig:23   | Entered Level 23 of a ziggurat
343687 | Zig:23   | Got a crude ivory ring
343689 | Zig:23   | Identified the ring "Biddi" {*Drain rC+++ MR- MP+9 EV+4} (You found it on level 23 of a ziggurat)
343698 | Zig:23   | Identified the Volume of Evil Venom
343725 | Zig:23   | Got an ancient bronze ring
343746 | Zig:23   | Identified the Disquisition on Air and Envenoming
344050 | Zig:23   | Identified the Handbook of the Congealing Rocks
344052 | Zig:23   | Got a clouded steel ring
344053 | Zig:23   | Identified the ring of Roifinoy {rPois rF+ Str+2 Dex+4} (You found it on level 23 of a ziggurat)
344055 | Zig:23   | Identified the ring of Enuefed {*Slow +Inv rN++ Stlth-} (You found it on level 23 of a ziggurat)
344062 | Zig:23   | Got a warped granite ring
344063 | Zig:23   | Identified the ring "Bovvynlaod" {*Slow +Fly rN+ SInv} (You found it on level 23 of a ziggurat)
344133 | Zig:24   | Entered Level 24 of a ziggurat
344316 | Zig:24   | Identified the -1 cloak of Wuukiopn {rF+} (You found it on level 24 of a ziggurat)
344347 | Zig:24   | Got a crude pewter ring
344362 | Zig:24   | Got a wavering copper ring
344364 | Zig:24   | Identified the ring "Ihisiyti" {rElec rPois rC+ rN+} (You found it on level 24 of a ziggurat)
344383 | Zig:24   | Got a smoking copper amulet
344384 | Zig:24   | Identified the amulet "Gyacapp" {Gourm -Tele +Fly rC- SInv} (You found it on level 24 of a ziggurat)
344499 | Zig:25   | Entered Level 25 of a ziggurat
344501 | Zig:25   | Noticed a juggernaut
344501 | Zig:25   | Noticed a juggernaut
344501 | Zig:25   | Noticed a juggernaut
344502 | Zig:25   | Noticed a juggernaut
344502 | Zig:25   | Noticed a juggernaut
344503 | Zig:25   | Noticed a juggernaut
344503 | Zig:25   | Noticed a juggernaut
344503 | Zig:25   | Noticed a juggernaut
344503 | Zig:25   | Noticed a juggernaut
344505 | Zig:25   | Noticed a juggernaut
344505 | Zig:25   | Noticed a juggernaut
344507 | Zig:25   | Noticed a juggernaut
344509 | Zig:25   | Noticed a juggernaut
344509 | Zig:25   | Noticed a juggernaut
344509 | Zig:25   | Killed a juggernaut
344509 | Zig:25   | Killed a juggernaut
344509 | Zig:25   | Killed a juggernaut
344509 | Zig:25   | Killed a juggernaut
344509 | Zig:25   | Killed a juggernaut
344509 | Zig:25   | Killed a juggernaut
344509 | Zig:25   | Killed a juggernaut
344509 | Zig:25   | Killed a juggernaut
344509 | Zig:25   | Killed a juggernaut
344509 | Zig:25   | Killed a juggernaut
344509 | Zig:25   | Killed a juggernaut
344510 | Zig:25   | Noticed a juggernaut
344510 | Zig:25   | Noticed a juggernaut
344510 | Zig:25   | Noticed a juggernaut
344510 | Zig:25   | Noticed a juggernaut
344510 | Zig:25   | Noticed a juggernaut
344511 | Zig:25   | Noticed a juggernaut
344511 | Zig:25   | Killed a juggernaut
344512 | Zig:25   | Noticed a juggernaut
344512 | Zig:25   | Noticed a juggernaut
344512 | Zig:25   | Noticed a juggernaut
344514 | Zig:25   | Noticed a juggernaut
344515 | Zig:25   | Noticed a juggernaut
344516 | Zig:25   | Noticed a juggernaut
344516 | Zig:25   | Noticed a juggernaut
344516 | Zig:25   | Noticed a juggernaut
344517 | Zig:25   | Noticed a juggernaut
344517 | Zig:25   | Noticed a juggernaut
344517 | Zig:25   | Noticed a juggernaut
344517 | Zig:25   | Noticed a juggernaut
344517 | Zig:25   | Noticed a juggernaut
344517 | Zig:25   | Noticed a juggernaut
344517 | Zig:25   | Noticed a juggernaut
344517 | Zig:25   | Noticed a juggernaut
344519 | Zig:25   | Killed a juggernaut
344519 | Zig:25   | Killed a juggernaut
344519 | Zig:25   | Killed a juggernaut
344519 | Zig:25   | Killed a juggernaut
344519 | Zig:25   | Killed a juggernaut
344519 | Zig:25   | Killed a juggernaut
344519 | Zig:25   | Killed a juggernaut
344519 | Zig:25   | Killed a juggernaut
344519 | Zig:25   | Killed a juggernaut
344519 | Zig:25   | Killed a juggernaut
344519 | Zig:25   | Killed a juggernaut
344519 | Zig:25   | Killed a juggernaut
344519 | Zig:25   | Killed a juggernaut
344519 | Zig:25   | Killed a juggernaut
344519 | Zig:25   | Killed a juggernaut
344519 | Zig:25   | Killed a juggernaut
344519 | Zig:25   | Killed a juggernaut
344519 | Zig:25   | Killed a juggernaut
344519 | Zig:25   | Killed a juggernaut
344519 | Zig:25   | Killed a juggernaut
344519 | Zig:25   | Killed a juggernaut
344519 | Zig:25   | Killed a juggernaut
344520 | Zig:25   | Noticed a juggernaut
344520 | Zig:25   | Noticed a juggernaut
344520 | Zig:25   | Noticed a juggernaut
344520 | Zig:25   | Noticed a juggernaut
344520 | Zig:25   | Noticed a juggernaut
344520 | Zig:25   | Noticed a juggernaut
344520 | Zig:25   | Noticed a juggernaut
344520 | Zig:25   | Noticed a juggernaut
344521 | Zig:25   | Noticed a juggernaut
344521 | Zig:25   | Noticed a juggernaut
344521 | Zig:25   | Noticed a juggernaut
344521 | Zig:25   | Noticed a juggernaut
344521 | Zig:25   | Noticed a juggernaut
344521 | Zig:25   | Noticed a juggernaut
344521 | Zig:25   | Noticed a juggernaut
344521 | Zig:25   | Killed a juggernaut
344522 | Zig:25   | Noticed a juggernaut
344522 | Zig:25   | Noticed a juggernaut
344522 | Zig:25   | Killed a juggernaut
344523 | Zig:25   | Noticed a juggernaut
344523 | Zig:25   | Noticed a juggernaut
344524 | Zig:25   | Noticed a juggernaut
344524 | Zig:25   | Noticed a juggernaut
344524 | Zig:25   | Noticed a juggernaut
344525 | Zig:25   | Noticed a juggernaut
344525 | Zig:25   | Noticed a juggernaut
344526 | Zig:25   | Noticed a juggernaut
344526 | Zig:25   | Killed a juggernaut
344526 | Zig:25   | Killed a juggernaut
344526 | Zig:25   | Killed a juggernaut
344526 | Zig:25   | Killed a juggernaut
344526 | Zig:25   | Killed a juggernaut
344526 | Zig:25   | Killed a juggernaut
344526 | Zig:25   | Killed a juggernaut
344526 | Zig:25   | Killed a juggernaut
344526 | Zig:25   | Killed a juggernaut
344526 | Zig:25   | Killed a juggernaut
344526 | Zig:25   | Killed a juggernaut
344526 | Zig:25   | Killed a juggernaut
344526 | Zig:25   | Killed a juggernaut
344526 | Zig:25   | Killed a juggernaut
344526 | Zig:25   | Killed a juggernaut
344526 | Zig:25   | Killed a juggernaut
344526 | Zig:25   | Killed a juggernaut
344526 | Zig:25   | Killed a juggernaut
344526 | Zig:25   | Killed a juggernaut
344526 | Zig:25   | Killed a juggernaut
344526 | Zig:25   | Killed a juggernaut
344526 | Zig:25   | Killed a juggernaut
344527 | Zig:25   | Noticed a juggernaut
344527 | Zig:25   | Noticed a juggernaut
344527 | Zig:25   | Noticed a juggernaut
344527 | Zig:25   | Noticed a juggernaut
344527 | Zig:25   | Noticed a juggernaut
344527 | Zig:25   | Noticed a juggernaut
344527 | Zig:25   | Noticed a juggernaut
344527 | Zig:25   | Noticed a juggernaut
344527 | Zig:25   | Noticed a juggernaut
344527 | Zig:25   | Noticed a juggernaut
344527 | Zig:25   | Noticed a juggernaut
344527 | Zig:25   | Noticed a juggernaut
344527 | Zig:25   | Noticed a juggernaut
344528 | Zig:25   | Noticed a juggernaut
344528 | Zig:25   | Noticed a juggernaut
344528 | Zig:25   | Noticed a juggernaut
344528 | Zig:25   | Noticed a juggernaut
344528 | Zig:25   | Noticed a juggernaut
344528 | Zig:25   | Noticed a juggernaut
344529 | Zig:25   | Noticed a juggernaut
344529 | Zig:25   | Noticed a juggernaut
344529 | Zig:25   | Noticed a juggernaut
344529 | Zig:25   | Noticed a juggernaut
344529 | Zig:25   | Noticed a juggernaut
344529 | Zig:25   | Noticed a juggernaut
344529 | Zig:25   | Noticed a juggernaut
344530 | Zig:25   | Noticed a juggernaut
344530 | Zig:25   | Noticed a juggernaut
344530 | Zig:25   | Noticed a juggernaut
344530 | Zig:25   | Noticed a juggernaut
344530 | Zig:25   | Noticed a juggernaut
344531 | Zig:25   | Noticed a juggernaut
344531 | Zig:25   | Noticed a juggernaut
344531 | Zig:25   | Noticed a juggernaut
344532 | Zig:25   | Noticed a juggernaut
344534 | Zig:25   | Noticed a juggernaut
344534 | Zig:25   | Noticed a juggernaut
344534 | Zig:25   | Killed a juggernaut
344534 | Zig:25   | Killed a juggernaut
344534 | Zig:25   | Killed a juggernaut
344534 | Zig:25   | Killed a juggernaut
344534 | Zig:25   | Killed a juggernaut
344534 | Zig:25   | Killed a juggernaut
344534 | Zig:25   | Killed a juggernaut
344534 | Zig:25   | Killed a juggernaut
344534 | Zig:25   | Killed a juggernaut
344534 | Zig:25   | Killed a juggernaut
344534 | Zig:25   | Killed a juggernaut
344534 | Zig:25   | Killed a juggernaut
344534 | Zig:25   | Killed a juggernaut
344534 | Zig:25   | Killed a juggernaut
344534 | Zig:25   | Killed a juggernaut
344534 | Zig:25   | Killed a juggernaut
344534 | Zig:25   | Killed a juggernaut
344534 | Zig:25   | Killed a juggernaut
344534 | Zig:25   | Killed a juggernaut
344534 | Zig:25   | Killed a juggernaut
344534 | Zig:25   | Killed a juggernaut
344534 | Zig:25   | Killed a juggernaut
344534 | Zig:25   | Killed a juggernaut
344534 | Zig:25   | Killed a juggernaut
344534 | Zig:25   | Killed a juggernaut
344534 | Zig:25   | Killed a juggernaut
344534 | Zig:25   | Killed a juggernaut
344534 | Zig:25   | Killed a juggernaut
344534 | Zig:25   | Killed a juggernaut
344534 | Zig:25   | Killed a juggernaut
344534 | Zig:25   | Killed a juggernaut
344534 | Zig:25   | Killed a juggernaut
344534 | Zig:25   | Killed a juggernaut
344534 | Zig:25   | Killed a juggernaut
344534 | Zig:25   | Killed a juggernaut
344534 | Zig:25   | Killed a juggernaut
344534 | Zig:25   | Killed a juggernaut
344534 | Zig:25   | Killed a juggernaut
344535 | Zig:25   | Noticed a juggernaut
344535 | Zig:25   | Noticed a juggernaut
344535 | Zig:25   | Noticed a juggernaut
344535 | Zig:25   | Noticed a juggernaut
344535 | Zig:25   | Noticed a juggernaut
344535 | Zig:25   | Noticed a juggernaut
344536 | Zig:25   | Noticed a juggernaut
344536 | Zig:25   | Noticed a juggernaut
344536 | Zig:25   | Noticed a juggernaut
344536 | Zig:25   | Noticed a juggernaut
344536 | Zig:25   | Noticed a juggernaut
344536 | Zig:25   | Noticed a juggernaut
344536 | Zig:25   | Noticed a juggernaut
344536 | Zig:25   | Noticed a juggernaut
344536 | Zig:25   | Noticed a juggernaut
344536 | Zig:25   | Noticed a juggernaut
344537 | Zig:25   | Noticed a juggernaut
344537 | Zig:25   | Noticed a juggernaut
344537 | Zig:25   | Noticed a juggernaut
344537 | Zig:25   | Noticed a juggernaut
344537 | Zig:25   | Noticed a juggernaut
344538 | Zig:25   | Noticed a juggernaut
344538 | Zig:25   | Noticed a juggernaut
344538 | Zig:25   | Noticed a juggernaut
344540 | Zig:25   | Noticed a juggernaut
344542 | Zig:25   | Killed a juggernaut
344542 | Zig:25   | Killed a juggernaut
344542 | Zig:25   | Killed a juggernaut
344542 | Zig:25   | Killed a juggernaut
344542 | Zig:25   | Killed a juggernaut
344542 | Zig:25   | Killed a juggernaut
344542 | Zig:25   | Killed a juggernaut
344542 | Zig:25   | Killed a juggernaut
344542 | Zig:25   | Killed a juggernaut
344542 | Zig:25   | Killed a juggernaut
344542 | Zig:25   | Killed a juggernaut
344542 | Zig:25   | Killed a juggernaut
344542 | Zig:25   | Killed a juggernaut
344542 | Zig:25   | Killed a juggernaut
344542 | Zig:25   | Killed a juggernaut
344542 | Zig:25   | Killed a juggernaut
344542 | Zig:25   | Killed a juggernaut
344542 | Zig:25   | Killed a juggernaut
344542 | Zig:25   | Killed a juggernaut
344542 | Zig:25   | Killed a juggernaut
344542 | Zig:25   | Killed a juggernaut
344542 | Zig:25   | Killed a juggernaut
344542 | Zig:25   | Killed a juggernaut
344542 | Zig:25   | Killed a juggernaut
344542 | Zig:25   | Killed a juggernaut
344542 | Zig:25   | Killed a juggernaut
344543 | Zig:25   | Noticed a juggernaut
344543 | Zig:25   | Noticed a juggernaut
344546 | Zig:25   | Noticed a juggernaut
344546 | Zig:25   | Noticed a juggernaut
344546 | Zig:25   | Noticed a juggernaut
344547 | Zig:25   | Noticed a juggernaut
344547 | Zig:25   | Noticed a juggernaut
344547 | Zig:25   | Noticed a juggernaut
344548 | Zig:25   | Noticed a juggernaut
344548 | Zig:25   | Noticed a juggernaut
344550 | Zig:25   | Noticed a juggernaut
344550 | Zig:25   | Noticed a juggernaut
344550 | Zig:25   | Noticed a juggernaut
344550 | Zig:25   | Noticed a juggernaut
344551 | Zig:25   | Noticed a juggernaut
344551 | Zig:25   | Noticed a juggernaut
344551 | Zig:25   | Noticed a juggernaut
344553 | Zig:25   | Noticed a juggernaut
344555 | Zig:25   | Killed a juggernaut
344555 | Zig:25   | Killed a juggernaut
344555 | Zig:25   | Killed a juggernaut
344555 | Zig:25   | Killed a juggernaut
344555 | Zig:25   | Killed a juggernaut
344555 | Zig:25   | Killed a juggernaut
344555 | Zig:25   | Killed a juggernaut
344555 | Zig:25   | Killed a juggernaut
344555 | Zig:25   | Killed a juggernaut
344555 | Zig:25   | Killed a juggernaut
344555 | Zig:25   | Killed a juggernaut
344555 | Zig:25   | Killed a juggernaut
344555 | Zig:25   | Killed a juggernaut
344555 | Zig:25   | Killed a juggernaut
344555 | Zig:25   | Killed a juggernaut
344555 | Zig:25   | Killed a juggernaut
344555 | Zig:25   | Killed a juggernaut
344555 | Zig:25   | Killed a juggernaut
344557 | Zig:25   | Noticed a juggernaut
344557 | Zig:25   | Noticed a juggernaut
344558 | Zig:25   | Noticed a juggernaut
344564 | Zig:25   | Killed a juggernaut
344564 | Zig:25   | Killed a juggernaut
344564 | Zig:25   | Killed a juggernaut
344564 | Zig:25   | Killed a juggernaut
344565 | Zig:25   | Noticed a juggernaut
344565 | Zig:25   | Noticed a juggernaut
344565 | Zig:25   | Noticed a juggernaut
344565 | Zig:25   | Noticed a juggernaut
344566 | Zig:25   | Noticed a juggernaut
344567 | Zig:25   | Noticed a juggernaut
344576 | Zig:25   | Killed a juggernaut
344576 | Zig:25   | Killed a juggernaut
344576 | Zig:25   | Killed a juggernaut
344576 | Zig:25   | Killed a juggernaut
344576 | Zig:25   | Killed a juggernaut
344576 | Zig:25   | Killed a juggernaut
344578 | Zig:25   | Noticed a juggernaut
344591 | Zig:25   | Killed a juggernaut
344615 | Zig:25   | Got a translucent iron ring
344617 | Zig:25   | Identified the ring "Afaloaro" {+Blink rPois rN+ Int+2 SInv} (You found it on level 25 of a ziggurat)
344910 | Zig:25   | Got a wavering ivory ring
344911 | Zig:25   | Identified the ring "Udosun Aniz" {*Tele rElec MR+ Int+2} (You found it on level 25 of a ziggurat)
345005 | Zig:25   | Identified the +4 large shield of the Snake Pit {Dex+3} (You found it on level 25 of a ziggurat)
345007 | Zig:25   | Identified Dispater's Incunabulum of Supportive Stones
345046 | Zig:26   | Entered Level 26 of a ziggurat
345241 | Zig:26   | Got a glittering sapphire amulet
345242 | Zig:26   | Identified the amulet of Yxecw {Fragile rF+ rC+ Regen+ Int+8} (You found it on level 26 of a ziggurat)
345277 | Zig:26   | Identified Iwka's Compendium of the Voyage and Shape Shifting
345321 | Zig:26   | Got a warped lapis lazuli ring
345322 | Zig:26   | Identified the ring "Xeock" {+Fly MR+ Int+3} (You found it on level 26 of a ziggurat)
345329 | Zig:26   | Got a steaming jade ring
345330 | Zig:26   | Identified the ring of Hijo {rPois rC+} (You found it on level 26 of a ziggurat)
345338 | Zig:26   | Got a twitching steel ring
345339 | Zig:26   | Identified the ring "Jota" {Wiz Str+3} (You found it on level 26 of a ziggurat)
345540 | Zig:27   | Entered Level 27 of a ziggurat
345854 | Zig:27   | Identified the Catalogue of the Scarab
345868 | Zig:27   | Got a twitching pewter ring
345870 | Zig:27   | Identified the ring of the Hero {rC+ rN+ MR+} (You found it on level 27 of a ziggurat)
345935 | Zig:27   | Got a fine copper ring
345936 | Zig:27   | Identified the ring "Mic Veff" {rCorr Int+4} (You found it on level 27 of a ziggurat)
346147 | Depths:2 | Identified the ring "Xahue" {rC- MR+ Str+4 Slay+3} (You found it on level 24 of a ziggurat)
346155 | Depths:2 | Identified the -3 pair of gloves of the Lumpy Ships {*Slow rPois MP+9 Int+3} (You acquired it on level 2 of the Depths)
346156 | Depths:2 | Identified the +2 pair of boots of the Failed Coup {+Inv rElec rPois} (You acquired it on level 2 of the Depths)
346157 | Depths:2 | Identified the +0 cloak of Midwinter {MR- Dex+4} (You acquired it on level 2 of the Depths)
346228 | Zig:1    | Entered Level 1 of a ziggurat
346269 | Zig:2    | Entered Level 2 of a ziggurat
346269 | Zig:2    | Noticed a greater mummy
346269 | Zig:2    | Noticed a greater mummy
346269 | Zig:2    | Noticed a greater mummy
346269 | Zig:2    | Noticed a greater mummy
346269 | Zig:2    | Noticed a greater mummy
346273 | Zig:2    | Noticed a greater mummy
346273 | Zig:2    | Killed a greater mummy
346273 | Zig:2    | Killed a greater mummy
346273 | Zig:2    | Killed a greater mummy
346273 | Zig:2    | Killed a greater mummy
346274 | Zig:2    | Noticed a greater mummy
346274 | Zig:2    | Killed a greater mummy
346275 | Zig:2    | Killed a greater mummy
346277 | Zig:2    | Killed a greater mummy
346344 | Zig:3    | Entered Level 3 of a ziggurat
346344 | Zig:3    | Noticed Napoempa the pandemonium lord
346344 | Zig:3    | Noticed Zulanuu the pandemonium lord
346344 | Zig:3    | Noticed Xikenysm the pandemonium lord
346344 | Zig:3    | Noticed Ogafeczaa the pandemonium lord
346344 | Zig:3    | Noticed Xehuas the pandemonium lord
346344 | Zig:3    | Noticed Vyunocol the pandemonium lord
346344 | Zig:3    | Noticed Kadegid the pandemonium lord
346344 | Zig:3    | Noticed Hus Uvaoqedgh the pandemonium lord
346344 | Zig:3    | Noticed Epsest the pandemonium lord
346344 | Zig:3    | Noticed Uroanak the pandemonium lord
346344 | Zig:3    | Noticed Taxa the pandemonium lord
346344 | Zig:3    | Noticed Ponolum the pandemonium lord
346344 | Zig:3    | Noticed Piogrouh the pandemonium lord
346344 | Zig:3    | Noticed Fulo the pandemonium lord
346344 | Zig:3    | Noticed Syit the pandemonium lord
346344 | Zig:3    | Noticed Plog the pandemonium lord
346344 | Zig:3    | Noticed Moahak the pandemonium lord
346346 | Zig:3    | Noticed Toq Ran the pandemonium lord
346347 | Zig:3    | Noticed Wyoschao the pandemonium lord
346347 | Zig:3    | Noticed Soebiq the pandemonium lord
346347 | Zig:3    | Noticed Runofunk the pandemonium lord
346348 | Zig:3    | Noticed Oluekkiz the pandemonium lord
346348 | Zig:3    | Noticed Daigron the pandemonium lord
346348 | Zig:3    | Killed Fulo the pandemonium lord
346348 | Zig:3    | Killed Hus Uvaoqedgh the pandemonium lord
346348 | Zig:3    | Killed Xikenysm the pandemonium lord
346348 | Zig:3    | Killed Zulanuu the pandemonium lord
346348 | Zig:3    | Noticed Udoalan the pandemonium lord
346348 | Zig:3    | Noticed Ocaxiwky the pandemonium lord
346349 | Zig:3    | Noticed Weomem the pandemonium lord
346349 | Zig:3    | Killed Syit the pandemonium lord
346349 | Zig:3    | Killed Moahak the pandemonium lord
346349 | Zig:3    | Killed Xehuas the pandemonium lord
346350 | Zig:3    | Noticed Voom the pandemonium lord
346350 | Zig:3    | Noticed Luad the pandemonium lord
346351 | Zig:3    | Noticed Pousol the pandemonium lord
346351 | Zig:3    | Noticed Sekkat the pandemonium lord
346353 | Zig:3    | Noticed Suteosus the pandemonium lord
346353 | Zig:3    | Killed Daigron the pandemonium lord
346355 | Zig:3    | Noticed Tuaryts the pandemonium lord
346356 | Zig:3    | Killed Napoempa the pandemonium lord
346357 | Zig:3    | Killed Wyoschao the pandemonium lord
346357 | Zig:3    | Killed Plog the pandemonium lord
346358 | Zig:3    | Killed Ogafeczaa the pandemonium lord
346358 | Zig:3    | Killed Voom the pandemonium lord
346358 | Zig:3    | Killed Ocaxiwky the pandemonium lord
346359 | Zig:3    | Noticed Sozas the pandemonium lord
346360 | Zig:3    | Killed Taxa the pandemonium lord
346360 | Zig:3    | Killed Epsest the pandemonium lord
346360 | Zig:3    | Killed Ponolum the pandemonium lord
346361 | Zig:3    | Noticed Goom the pandemonium lord
346362 | Zig:3    | Noticed Irong the pandemonium lord
346362 | Zig:3    | Noticed Bylydy Ydea the pandemonium lord
346362 | Zig:3    | Killed Kadegid the pandemonium lord
346362 | Zig:3    | Killed Vyunocol the pandemonium lord
346362 | Zig:3    | Killed Udoalan the pandemonium lord
346362 | Zig:3    | Killed Weomem the pandemonium lord
346362 | Zig:3    | Killed Luad the pandemonium lord
346362 | Zig:3    | Killed Sozas the pandemonium lord
346363 | Zig:3    | Noticed Vorcho the pandemonium lord
346363 | Zig:3    | Killed Runofunk the pandemonium lord
346363 | Zig:3    | Killed Tuaryts the pandemonium lord
346363 | Zig:3    | Killed Uroanak the pandemonium lord
346365 | Zig:3    | Killed Pousol the pandemonium lord
346366 | Zig:3    | Killed Toq Ran the pandemonium lord
346366 | Zig:3    | Killed Piogrouh the pandemonium lord
346366 | Zig:3    | Killed Irong the pandemonium lord
346366 | Zig:3    | Killed Bylydy Ydea the pandemonium lord
346367 | Zig:3    | Noticed Motamex the pandemonium lord
346367 | Zig:3    | Noticed Ciejaergh the pandemonium lord
346376 | Zig:3    | Killed Goom the pandemonium lord
346378 | Zig:3    | Killed Oluekkiz the pandemonium lord
346378 | Zig:3    | Killed Motamex the pandemonium lord
346382 | Zig:3    | Killed Vorcho the pandemonium lord
346382 | Zig:3    | Killed Sekkat the pandemonium lord
346383 | Zig:3    | Killed Soebiq the pandemonium lord
346387 | Zig:3    | Killed Suteosus the pandemonium lord
346391 | Zig:3    | Killed Ciejaergh the pandemonium lord
346580 | Zig:4    | Entered Level 4 of a ziggurat
346686 | Zig:5    | Entered Level 5 of a ziggurat
346686 | Zig:5    | Noticed an ancient lich
346686 | Zig:5    | Noticed an ancient lich
346687 | Zig:5    | Killed an ancient lich
346689 | Zig:5    | Noticed an ancient lich
346689 | Zig:5    | Noticed an ancient lich
346690 | Zig:5    | Noticed an ancient lich
346691 | Zig:5    | Noticed an ancient lich
346691 | Zig:5    | Killed an ancient lich
346691 | Zig:5    | Killed an ancient lich
346691 | Zig:5    | Killed an ancient lich
346691 | Zig:5    | Killed an ancient lich
346692 | Zig:5    | Noticed an ancient lich
346692 | Zig:5    | Killed an ancient lich
346694 | Zig:5    | Noticed an ancient lich
346695 | Zig:5    | Killed an ancient lich
346696 | Zig:5    | Killed an ancient lich
346799 | Zig:6    | Entered Level 6 of a ziggurat
346915 | Zig:6    | Got a clouded bone amulet
346945 | Zig:7    | Entered Level 7 of a ziggurat
347076 | Zig:8    | Entered Level 8 of a ziggurat
347109 | Zig:8    | Identified Xigry's Grimoire of Hexes and Companions
347228 | Zig:9    | Entered Level 9 of a ziggurat
347228 | Zig:9    | Noticed an orb of fire
347228 | Zig:9    | Noticed an orb of fire
347228 | Zig:9    | Noticed an orb of fire
347228 | Zig:9    | Noticed an orb of fire
347228 | Zig:9    | Noticed an orb of fire
347228 | Zig:9    | Noticed an orb of fire
347228 | Zig:9    | Noticed an orb of fire
347228 | Zig:9    | Noticed an orb of fire
347228 | Zig:9    | Noticed an orb of fire
347228 | Zig:9    | Noticed an orb of fire
347228 | Zig:9    | Noticed an orb of fire
347228 | Zig:9    | Noticed an orb of fire
347228 | Zig:9    | Noticed an orb of fire
347228 | Zig:9    | Noticed an orb of fire
347228 | Zig:9    | Noticed an orb of fire
347228 | Zig:9    | Noticed an orb of fire
347228 | Zig:9    | Noticed an orb of fire
347230 | Zig:9    | Noticed an orb of fire
347230 | Zig:9    | Noticed an orb of fire
347234 | Zig:9    | Noticed an orb of fire
347235 | Zig:9    | Killed an orb of fire
347236 | Zig:9    | Killed an orb of fire
347236 | Zig:9    | Killed an orb of fire
347237 | Zig:9    | Killed an orb of fire
347238 | Zig:9    | Killed an orb of fire
347244 | Zig:9    | Killed an orb of fire
347246 | Zig:9    | Killed an orb of fire
347246 | Zig:9    | Killed an orb of fire
347249 | Zig:9    | Killed an orb of fire
347249 | Zig:9    | Killed an orb of fire
347250 | Zig:9    | Killed an orb of fire
347252 | Zig:9    | Killed an orb of fire
347253 | Zig:9    | Killed an orb of fire
347254 | Zig:9    | Noticed an orb of fire
347254 | Zig:9    | Killed an orb of fire
347259 | Zig:9    | Noticed an orb of fire
347259 | Zig:9    | Noticed an orb of fire
347259 | Zig:9    | Killed an orb of fire
347261 | Zig:9    | Killed an orb of fire
347262 | Zig:9    | Killed an orb of fire
347265 | Zig:9    | Killed an orb of fire
347267 | Zig:9    | Noticed an orb of fire
347268 | Zig:9    | Killed an orb of fire
347268 | Zig:9    | Killed an orb of fire
347272 | Zig:9    | Killed an orb of fire
347273 | Zig:9    | Noticed an orb of fire
347275 | Zig:9    | Noticed an orb of fire
347276 | Zig:9    | Noticed an orb of fire
347278 | Zig:9    | Killed an orb of fire
347282 | Zig:9    | Noticed an orb of fire
347282 | Zig:9    | Noticed an orb of fire
347284 | Zig:9    | Killed an orb of fire
347293 | Zig:9    | Noticed an orb of fire
347299 | Zig:9    | Noticed an orb of fire
347299 | Zig:9    | Noticed an orb of fire
347300 | Zig:9    | Killed an orb of fire
347304 | Zig:9    | Killed an orb of fire
347305 | Zig:9    | Killed an orb of fire
347306 | Zig:9    | Killed an orb of fire
347307 | Zig:9    | Noticed an orb of fire
347308 | Zig:9    | Killed an orb of fire
347310 | Zig:9    | Killed an orb of fire
347312 | Zig:9    | Noticed an orb of fire
347312 | Zig:9    | Noticed an orb of fire
347312 | Zig:9    | Noticed an orb of fire
347314 | Zig:9    | Noticed an orb of fire
347314 | Zig:9    | Noticed an orb of fire
347314 | Zig:9    | Noticed an orb of fire
347315 | Zig:9    | Noticed an orb of fire
347320 | Zig:9    | Killed an orb of fire
347323 | Zig:9    | Killed an orb of fire
347326 | Zig:9    | Noticed an orb of fire
347327 | Zig:9    | Killed an orb of fire
347328 | Zig:9    | Killed an orb of fire
347328 | Zig:9    | Killed an orb of fire
347331 | Zig:9    | Killed an orb of fire
347334 | Zig:9    | Killed an orb of fire
347334 | Zig:9    | Killed an orb of fire
347335 | Zig:9    | Noticed an orb of fire
347335 | Zig:9    | Killed an orb of fire
347340 | Zig:9    | Killed an orb of fire
347342 | Zig:9    | Noticed an orb of fire
347344 | Zig:9    | Killed an orb of fire
347347 | Zig:9    | Noticed an orb of fire
347347 | Zig:9    | Noticed an orb of fire
347347 | Zig:9    | Killed an orb of fire
347348 | Zig:9    | Noticed an orb of fire
347353 | Zig:9    | Killed an orb of fire
347357 | Zig:9    | Noticed an orb of fire
347357 | Zig:9    | Noticed an orb of fire
347358 | Zig:9    | Noticed an orb of fire
347363 | Zig:9    | Killed an orb of fire
347364 | Zig:9    | Killed an orb of fire
347366 | Zig:9    | Noticed an orb of fire
347371 | Zig:9    | Noticed an orb of fire
347375 | Zig:9    | Noticed an orb of fire
347377 | Zig:9    | Killed an orb of fire
347380 | Zig:9    | Killed an orb of fire
347385 | Zig:9    | Killed an orb of fire
347385 | Zig:9    | Killed an orb of fire
347392 | Zig:9    | Killed an orb of fire
347393 | Zig:9    | Killed an orb of fire
347395 | Zig:9    | Killed an orb of fire
347397 | Zig:9    | Noticed an orb of fire
347399 | Zig:9    | Killed an orb of fire
347400 | Zig:9    | Noticed an orb of fire
347400 | Zig:9    | Noticed an orb of fire
347401 | Zig:9    | Noticed an orb of fire
347402 | Zig:9    | Noticed an orb of fire
347404 | Zig:9    | Noticed an orb of fire
347404 | Zig:9    | Noticed an orb of fire
347414 | Zig:9    | Killed an orb of fire
347420 | Zig:9    | Killed an orb of fire
347422 | Zig:9    | Killed an orb of fire
347424 | Zig:9    | Killed an orb of fire
347431 | Zig:9    | Killed an orb of fire
347436 | Zig:9    | Killed an orb of fire
347437 | Zig:9    | Killed an orb of fire
347440 | Zig:9    | Noticed an orb of fire
347447 | Zig:9    | Killed an orb of fire
347537 | Zig:10   | Entered Level 10 of a ziggurat
347670 | Zig:11   | Entered Level 11 of a ziggurat
347670 | Zig:11   | Noticed an ancient lich
347675 | Zig:11   | Killed an ancient lich
347682 | Zig:11   | Paralysed by accursed screaming for 1 turns
347857 | Zig:12   | Entered Level 12 of a ziggurat
347979 | Zig:12   | Got a twitching tin amulet
347980 | Zig:12   | Identified the amulet of Qobe {Faith rC+++ Str-4 Dex+3} (You found it on level 12 of a ziggurat)
347982 | Zig:12   | Identified the amulet of False Pretenses {Harm *Drain rF- Dex+5} (You found it on level 6 of a ziggurat)
348065 | Zig:13   | Entered Level 13 of a ziggurat
348217 | Zig:14   | Entered Level 14 of a ziggurat
348267 | Zig:14   | Noticed Afauskiga the pandemonium lord
348273 | Zig:14   | Killed Afauskiga the pandemonium lord
348320 | Zig:14   | Got a faintly glowing iron ring
348321 | Zig:14   | Identified the ring "Pirer" {rPois rC++ Slay-4 Stlth+} (You found it on level 14 of a ziggurat)
348358 | Zig:14   | Identified Zomig's Reference Book on the Captivating Snowflakes
348361 | Zig:14   | Got a steaming turquoise ring
348362 | Zig:14   | Identified the ring "Asaxtew" {EV+2 Dex+5} (You found it on level 14 of a ziggurat)
348476 | Zig:15   | Entered Level 15 of a ziggurat
348750 | Zig:16   | Entered Level 16 of a ziggurat
348883 | Zig:16   | Got a glittering golden ring
348884 | Zig:16   | Identified the ring "Lenned" {rPois Str+3 Stlth-} (You found it on level 16 of a ziggurat)
349032 | Zig:17   | Entered Level 17 of a ziggurat
349032 | Zig:17   | Noticed Xetos the pandemonium lord
349032 | Zig:17   | Noticed Weraipaw the pandemonium lord
349032 | Zig:17   | Noticed Ehegip the pandemonium lord
349032 | Zig:17   | Noticed Egiowneg the pandemonium lord
349032 | Zig:17   | Noticed Iryeq the pandemonium lord
349032 | Zig:17   | Noticed Ynucw the pandemonium lord
349032 | Zig:17   | Noticed Xaiffo the pandemonium lord
349032 | Zig:17   | Noticed Silosoh the pandemonium lord
349032 | Zig:17   | Noticed Nioptyoj the pandemonium lord
349032 | Zig:17   | Noticed Edghexuhe the pandemonium lord
349032 | Zig:17   | Noticed Uhofeveg the pandemonium lord
349032 | Zig:17   | Noticed Zuhyug the pandemonium lord
349032 | Zig:17   | Noticed Hyhu the pandemonium lord
349032 | Zig:17   | Noticed Koceistateja the pandemonium lord
349032 | Zig:17   | Noticed Zouv the pandemonium lord
349032 | Zig:17   | Noticed Voeh the pandemonium lord
349032 | Zig:17   | Noticed Bulifyi the pandemonium lord
349032 | Zig:17   | Noticed Wisakots the pandemonium lord
349032 | Zig:17   | Noticed Kiaduol the pandemonium lord
349032 | Zig:17   | Noticed Huwni the pandemonium lord
349032 | Zig:17   | Noticed Ynoguy the pandemonium lord
349032 | Zig:17   | Noticed Liogioki the pandemonium lord
349032 | Zig:17   | Noticed Emmeelo the pandemonium lord
349032 | Zig:17   | Noticed Xupomm the pandemonium lord
349032 | Zig:17   | Noticed Lukuw the pandemonium lord
349032 | Zig:17   | Noticed Nekh the pandemonium lord
349032 | Zig:17   | Noticed Jutit the pandemonium lord
349034 | Zig:17   | Noticed Icukucesa the pandemonium lord
349035 | Zig:17   | Noticed Lyuh the pandemonium lord
349035 | Zig:17   | Noticed Loxossorr the pandemonium lord
349036 | Zig:17   | Killed Icukucesa the pandemonium lord
349037 | Zig:17   | Noticed Tiphergha the pandemonium lord
349037 | Zig:17   | Killed Edghexuhe the pandemonium lord
349037 | Zig:17   | Killed Wisakots the pandemonium lord
349037 | Zig:17   | Killed Loxossorr the pandemonium lord
349038 | Zig:17   | Noticed Uxzat the pandemonium lord
349038 | Zig:17   | Noticed Ejajuh the pandemonium lord
349038 | Zig:17   | Noticed Voub the pandemonium lord
349038 | Zig:17   | Killed Ynucw the pandemonium lord
349038 | Zig:17   | Killed Bulifyi the pandemonium lord
349038 | Zig:17   | Killed Zuhyug the pandemonium lord
349038 | Zig:17   | Killed Zouv the pandemonium lord
349038 | Zig:17   | Killed Jutit the pandemonium lord
349038 | Zig:17   | Killed Nekh the pandemonium lord
349038 | Zig:17   | Killed Ynoguy the pandemonium lord
349038 | Zig:17   | Killed Lyuh the pandemonium lord
349038 | Zig:17   | Killed Koceistateja the pandemonium lord
349038 | Zig:17   | Killed Xupomm the pandemonium lord
349039 | Zig:17   | Noticed Fowucim the pandemonium lord
349039 | Zig:17   | Noticed Yguiweq the pandemonium lord
349039 | Zig:17   | Noticed Firghakhlu the pandemonium lord
349041 | Zig:17   | Noticed Poabek the pandemonium lord
349041 | Zig:17   | Noticed Hikol the pandemonium lord
349042 | Zig:17   | Noticed Wialeg the pandemonium lord
349045 | Zig:17   | Killed Hyhu the pandemonium lord
349045 | Zig:17   | Killed Silosoh the pandemonium lord
349045 | Zig:17   | Killed Huwni the pandemonium lord
349045 | Zig:17   | Killed Yguiweq the pandemonium lord
349046 | Zig:17   | Noticed Fiufet the pandemonium lord
349047 | Zig:17   | Noticed Cyfyxtif the pandemonium lord
349047 | Zig:17   | Killed Ejajuh the pandemonium lord
349047 | Zig:17   | Killed Kiaduol the pandemonium lord
349047 | Zig:17   | Killed Wialeg the pandemonium lord
349047 | Zig:17   | Killed Hikol the pandemonium lord
349049 | Zig:17   | Noticed Quorghu the pandemonium lord
349049 | Zig:17   | Noticed Umycam the pandemonium lord
349050 | Zig:17   | Noticed Rarriz the pandemonium lord
349051 | Zig:17   | Noticed Fyhaegg the pandemonium lord
349051 | Zig:17   | Killed Voeh the pandemonium lord
349051 | Zig:17   | Killed Iryeq the pandemonium lord
349051 | Zig:17   | Killed Tiphergha the pandemonium lord
349051 | Zig:17   | Killed Fiufet the pandemonium lord
349051 | Zig:17   | Killed Uhofeveg the pandemonium lord
349051 | Zig:17   | Killed Egiowneg the pandemonium lord
349052 | Zig:17   | Noticed Nouxofyh the pandemonium lord
349052 | Zig:17   | Killed Cyfyxtif the pandemonium lord
349052 | Zig:17   | Killed Ehegip the pandemonium lord
349052 | Zig:17   | Killed Xetos the pandemonium lord
349054 | Zig:17   | Noticed Jingyff the pandemonium lord
349054 | Zig:17   | Noticed Faor the pandemonium lord
349054 | Zig:17   | Noticed Wotugium the pandemonium lord
349054 | Zig:17   | Killed Liogioki the pandemonium lord
349055 | Zig:17   | Noticed Ileigear the pandemonium lord
349055 | Zig:17   | Noticed Pocungue the pandemonium lord
349056 | Zig:17   | Noticed Ogawiyfiza the pandemonium lord
349057 | Zig:17   | Killed Voub the pandemonium lord
349057 | Zig:17   | Killed Umycam the pandemonium lord
349058 | Zig:17   | Noticed Dinefup the pandemonium lord
349058 | Zig:17   | Noticed Kaff the pandemonium lord
349058 | Zig:17   | Noticed Dakoshraar the pandemonium lord
349058 | Zig:17   | Noticed Jagg the pandemonium lord
349058 | Zig:17   | Noticed Peaqaz the pandemonium lord
349058 | Zig:17   | Noticed Zutsan the pandemonium lord
349058 | Zig:17   | Noticed Nausuvec the pandemonium lord
349058 | Zig:17   | Noticed Kibi the pandemonium lord
349058 | Zig:17   | Noticed Jir Pi Namn the pandemonium lord
349058 | Zig:17   | Noticed Foajych the pandemonium lord
349059 | Zig:17   | Noticed Jefeuroa the pandemonium lord
349060 | Zig:17   | Noticed Gigir the pandemonium lord
349061 | Zig:17   | Noticed Nudedgh the pandemonium lord
349061 | Zig:17   | Noticed Dithrycwu the pandemonium lord
349061 | Zig:17   | Noticed Atis the pandemonium lord
349063 | Zig:17   | Noticed Uxime the pandemonium lord
349063 | Zig:17   | Noticed Pinot the pandemonium lord
349063 | Zig:17   | Noticed Udopotif the pandemonium lord
349063 | Zig:17   | Noticed Gavosing the pandemonium lord
349064 | Zig:17   | Noticed Zyusolum the pandemonium lord
349064 | Zig:17   | Noticed Seizul the pandemonium lord
349064 | Zig:17   | Noticed Raratt the pandemonium lord
349066 | Zig:17   | Noticed Jeluriy the pandemonium lord
349066 | Zig:17   | Killed Ileigear the pandemonium lord
349066 | Zig:17   | Killed Wotugium the pandemonium lord
349066 | Zig:17   | Killed Peaqaz the pandemonium lord
349066 | Zig:17   | Killed Ogawiyfiza the pandemonium lord
349068 | Zig:17   | Noticed Guja the pandemonium lord
349070 | Zig:17   | Noticed Nawotymm the pandemonium lord
349070 | Zig:17   | Noticed Zoezaden the pandemonium lord
349070 | Zig:17   | Noticed Mionofat the pandemonium lord
349070 | Zig:17   | Killed Firghakhlu the pandemonium lord
349070 | Zig:17   | Killed Fowucim the pandemonium lord
349070 | Zig:17   | Killed Poabek the pandemonium lord
349071 | Zig:17   | Noticed Itressont the pandemonium lord
349071 | Zig:17   | Killed Nausuvec the pandemonium lord
349071 | Zig:17   | Killed Emmeelo the pandemonium lord
349072 | Zig:17   | Noticed Kurph the pandemonium lord
349072 | Zig:17   | Noticed Rapienoabu the pandemonium lord
349072 | Zig:17   | Noticed Iphuwuoc the pandemonium lord
349072 | Zig:17   | Noticed Uhywedam the pandemonium lord
349072 | Zig:17   | Killed Fyhaegg the pandemonium lord
349073 | Zig:17   | Killed Quorghu the pandemonium lord
349075 | Zig:17   | Killed Nioptyoj the pandemonium lord
349075 | Zig:17   | Killed Lukuw the pandemonium lord
349076 | Zig:17   | Noticed Puafit the pandemonium lord
349076 | Zig:17   | Killed Dakoshraar the pandemonium lord
349077 | Zig:17   | Killed Rarriz the pandemonium lord
349078 | Zig:17   | Noticed Vychoij the pandemonium lord
349081 | Zig:17   | Killed Pocungue the pandemonium lord
349081 | Zig:17   | Killed Zutsan the pandemonium lord
349081 | Zig:17   | Killed Udopotif the pandemonium lord
349083 | Zig:17   | Killed Xaiffo the pandemonium lord
349084 | Zig:17   | Killed Uxime the pandemonium lord
349085 | Zig:17   | Noticed Atiulusi the pandemonium lord
349085 | Zig:17   | Noticed Ipnu the pandemonium lord
349089 | Zig:17   | Noticed Usmanoh the pandemonium lord
349098 | Zig:17   | Noticed Qureisua the pandemonium lord
349098 | Zig:17   | Killed Nudedgh the pandemonium lord
349100 | Zig:17   | Noticed Mompah the pandemonium lord
349100 | Zig:17   | Killed Puafit the pandemonium lord
349101 | Zig:17   | Noticed Nuablar the pandemonium lord
349101 | Zig:17   | Noticed Xahaehif the pandemonium lord
349101 | Zig:17   | Noticed Olloudit the pandemonium lord
349101 | Zig:17   | Noticed Vedorut the pandemonium lord
349101 | Zig:17   | Noticed Sufuuq the pandemonium lord
349101 | Zig:17   | Noticed Hofe Wumot the pandemonium lord
349101 | Zig:17   | Noticed Siasuos the pandemonium lord
349101 | Zig:17   | Noticed Kidix the pandemonium lord
349101 | Zig:17   | Noticed Abaelani the pandemonium lord
349101 | Zig:17   | Noticed Lurio the pandemonium lord
349101 | Zig:17   | Noticed Ugou the pandemonium lord
349101 | Zig:17   | Noticed Zeligres the pandemonium lord
349101 | Zig:17   | Noticed Regigh the pandemonium lord
349101 | Zig:17   | Noticed Fejong the pandemonium lord
349101 | Zig:17   | Noticed Ucytz the pandemonium lord
349101 | Zig:17   | Noticed Tiluc the pandemonium lord
349101 | Zig:17   | Noticed Yxykhe the pandemonium lord
349101 | Zig:17   | Noticed Finunune the pandemonium lord
349101 | Zig:17   | Noticed Ymecaje the pandemonium lord
349102 | Zig:17   | Noticed Olys the pandemonium lord
349103 | Zig:17   | Noticed Hotufa the pandemonium lord
349103 | Zig:17   | Noticed Uczeo the pandemonium lord
349103 | Zig:17   | Noticed Moecsifo the pandemonium lord
349103 | Zig:17   | Noticed Selit the pandemonium lord
349104 | Zig:17   | Killed Atis the pandemonium lord
349105 | Zig:17   | Noticed Disuittaykh the pandemonium lord
349106 | Zig:17   | Killed Jefeuroa the pandemonium lord
349106 | Zig:17   | Killed Ugou the pandemonium lord
349107 | Zig:17   | Noticed Vuyn the pandemonium lord
349107 | Zig:17   | Noticed Eckempe the pandemonium lord
349108 | Zig:17   | Noticed Sumeih the pandemonium lord
349108 | Zig:17   | Noticed Wegokh the pandemonium lord
349110 | Zig:17   | Killed Kurph the pandemonium lord
349111 | Zig:17   | Killed Siasuos the pandemonium lord
349111 | Zig:17   | Killed Lurio the pandemonium lord
349111 | Zig:17   | Killed Uczeo the pandemonium lord
349112 | Zig:17   | Killed Itressont the pandemonium lord
349113 | Zig:17   | Killed Kidix the pandemonium lord
349113 | Zig:17   | Killed Abaelani the pandemonium lord
349113 | Zig:17   | Killed Iphuwuoc the pandemonium lord
349114 | Zig:17   | Noticed Luphufui the pandemonium lord
349115 | Zig:17   | Noticed Vostram the pandemonium lord
349115 | Zig:17   | Killed Tiluc the pandemonium lord
349115 | Zig:17   | Killed Raratt the pandemonium lord
349115 | Zig:17   | Killed Olloudit the pandemonium lord
349116 | Zig:17   | Noticed Vaadecocuoll the pandemonium lord
349118 | Zig:17   | Noticed Taipsuyve the pandemonium lord
349120 | Zig:17   | Noticed Retzuro the pandemonium lord
349120 | Zig:17   | Noticed Veluoty the pandemonium lord
349120 | Zig:17   | Noticed Qiranapn the pandemonium lord
349121 | Zig:17   | Noticed Kamajaxt the pandemonium lord
349121 | Zig:17   | Killed Vedorut the pandemonium lord
349121 | Zig:17   | Killed Vuyn the pandemonium lord
349122 | Zig:17   | Noticed Iladdoh the pandemonium lord
349122 | Zig:17   | Killed Hofe Wumot the pandemonium lord
349123 | Zig:17   | Noticed Dutygaofuck the pandemonium lord
349124 | Zig:17   | Killed Yxykhe the pandemonium lord
349125 | Zig:17   | Noticed Upsoguad the pandemonium lord
349127 | Zig:17   | Noticed Qacwimio the pandemonium lord
349127 | Zig:17   | Noticed Wokob the pandemonium lord
349127 | Zig:17   | Killed Olys the pandemonium lord
349128 | Zig:17   | Killed Sufuuq the pandemonium lord
349131 | Zig:17   | Noticed Batzec the pandemonium lord
349132 | Zig:17   | Noticed Quit the pandemonium lord
349132 | Zig:17   | Killed Regigh the pandemonium lord
349134 | Zig:17   | Noticed Sunek the pandemonium lord
349134 | Zig:17   | Killed Jeluriy the pandemonium lord
349134 | Zig:17   | Killed Moecsifo the pandemonium lord
349136 | Zig:17   | Killed Zyusolum the pandemonium lord
349140 | Zig:17   | Killed Guja the pandemonium lord
349141 | Zig:17   | Killed Kibi the pandemonium lord
349141 | Zig:17   | Killed Iladdoh the pandemonium lord
349141 | Zig:17   | Killed Ymecaje the pandemonium lord
349142 | Zig:17   | Noticed Uholiec the pandemonium lord
349142 | Zig:17   | Noticed Puaxul the pandemonium lord
349142 | Zig:17   | Noticed Yvonnun the pandemonium lord
349143 | Zig:17   | Killed Nouxofyh the pandemonium lord
349144 | Zig:17   | Killed Zoezaden the pandemonium lord
349144 | Zig:17   | Killed Retzuro the pandemonium lord
349145 | Zig:17   | Noticed Perch the pandemonium lord
349148 | Zig:17   | Noticed Senosofu the pandemonium lord
349148 | Zig:17   | Noticed Oseg the pandemonium lord
349148 | Zig:17   | Noticed Kisacloh the pandemonium lord
349148 | Zig:17   | Noticed Zirozum the pandemonium lord
349151 | Zig:17   | Killed Dithrycwu the pandemonium lord
349153 | Zig:17   | Killed Veluoty the pandemonium lord
349154 | Zig:17   | Noticed Xotao the pandemonium lord
349154 | Zig:17   | Killed Upsoguad the pandemonium lord
349154 | Zig:17   | Noticed Righ the pandemonium lord
349155 | Zig:17   | Noticed Loanaeh the pandemonium lord
349155 | Zig:17   | Paralysed by a floating eye for 4 turns
349157 | Zig:17   | Noticed Hofo the pandemonium lord
349158 | Zig:17   | Killed Atiulusi the pandemonium lord
349159 | Zig:17   | Noticed Hekhymnos the pandemonium lord
349159 | Zig:17   | Noticed Velyca the pandemonium lord
349159 | Zig:17   | Noticed Zume the pandemonium lord
349159 | Zig:17   | Killed Gavosing the pandemonium lord
349160 | Zig:17   | Noticed Ussazul the pandemonium lord
349161 | Zig:17   | Noticed Mineof the pandemonium lord
349161 | Zig:17   | Killed Weraipaw the pandemonium lord
349161 | Zig:17   | Killed Foajych the pandemonium lord
349161 | Zig:17   | Killed Qureisua the pandemonium lord
349161 | Zig:17   | Killed Kaff the pandemonium lord
349163 | Zig:17   | Paralysed by you for 7 turns
349168 | Zig:17   | Noticed Gausk the pandemonium lord
349170 | Zig:17   | Noticed Mavil the pandemonium lord
349171 | Zig:17   | Killed Nuablar the pandemonium lord
349171 | Zig:17   | Killed Vostram the pandemonium lord
349171 | Zig:17   | Killed Ipnu the pandemonium lord
349173 | Zig:17   | Killed Seizul the pandemonium lord
349174 | Zig:17   | Killed Nawotymm the pandemonium lord
349174 | Zig:17   | Killed Wokob the pandemonium lord
349174 | Zig:17   | Killed Rapienoabu the pandemonium lord
349176 | Zig:17   | Killed Jagg the pandemonium lord
349176 | Zig:17   | Killed Gigir the pandemonium lord
349178 | Zig:17   | Noticed Odazxome the pandemonium lord
349178 | Zig:17   | Noticed Ymufix the pandemonium lord
349178 | Zig:17   | Noticed Isasiats the pandemonium lord
349178 | Zig:17   | Noticed Ynaniog the pandemonium lord
349178 | Zig:17   | Noticed Hotimisk the pandemonium lord
349178 | Zig:17   | Noticed Ilicribe the pandemonium lord
349178 | Zig:17   | Noticed Tubbuph the pandemonium lord
349178 | Zig:17   | Noticed Wipeschach the pandemonium lord
349178 | Zig:17   | Noticed Eqeu the pandemonium lord
349178 | Zig:17   | Noticed Eciemy the pandemonium lord
349178 | Zig:17   | Noticed Zaan the pandemonium lord
349178 | Zig:17   | Noticed Bismytui the pandemonium lord
349178 | Zig:17   | Noticed Wucur the pandemonium lord
349178 | Zig:17   | Noticed Mozocaje the pandemonium lord
349178 | Zig:17   | Noticed Kympaote the pandemonium lord
349178 | Zig:17   | Killed Disuittaykh the pandemonium lord
349179 | Zig:17   | Killed Zume the pandemonium lord
349179 | Zig:17   | Noticed Dionuh the pandemonium lord
349179 | Zig:17   | Noticed Ompegg the pandemonium lord
349179 | Zig:17   | Noticed Quetsodu the pandemonium lord
349179 | Zig:17   | Noticed Meghafroner the pandemonium lord
349179 | Zig:17   | Noticed Zoaladd the pandemonium lord
349180 | Zig:17   | Noticed Hoyjoc the pandemonium lord
349180 | Zig:17   | Noticed Ituah the pandemonium lord
349180 | Zig:17   | Noticed Zuzorch the pandemonium lord
349180 | Zig:17   | Noticed Taohy the pandemonium lord
349180 | Zig:17   | Noticed Ynnach the pandemonium lord
349180 | Zig:17   | Noticed Qagost the pandemonium lord
349180 | Zig:17   | Noticed Eblur the pandemonium lord
349180 | Zig:17   | Noticed Guihuarch the pandemonium lord
349180 | Zig:17   | Noticed Voeceoro the pandemonium lord
349180 | Zig:17   | Noticed Sitys Gunko the pandemonium lord
349180 | Zig:17   | Noticed Savume the pandemonium lord
349180 | Zig:17   | Noticed Saajom the pandemonium lord
349180 | Zig:17   | Noticed Syqamo the pandemonium lord
349180 | Zig:17   | Noticed Uloh the pandemonium lord
349180 | Zig:17   | Noticed Siruo the pandemonium lord
349180 | Zig:17   | Noticed Lodyro the pandemonium lord
349180 | Zig:17   | Noticed Qutuss the pandemonium lord
349180 | Zig:17   | Noticed Tups the pandemonium lord
349180 | Zig:17   | Noticed Deuh the pandemonium lord
349180 | Zig:17   | Noticed Ruaxkul the pandemonium lord
349180 | Zig:17   | Noticed Buehesem the pandemonium lord
349180 | Zig:17   | Noticed Qontetz the pandemonium lord
349180 | Zig:17   | Noticed Korak the pandemonium lord
349180 | Zig:17   | Noticed Qajoodak the pandemonium lord
349180 | Zig:17   | Noticed Boahiu the pandemonium lord
349180 | Zig:17   | Noticed Wukinnuz the pandemonium lord
349180 | Zig:17   | Noticed Tilios the pandemonium lord
349186 | Zig:17   | Killed Qajoodak the pandemonium lord
349187 | Zig:17   | Killed Qutuss the pandemonium lord
349187 | Zig:17   | Killed Zuzorch the pandemonium lord
349187 | Zig:17   | Killed Siruo the pandemonium lord
349188 | Zig:17   | Killed Sitys Gunko the pandemonium lord
349188 | Zig:17   | Killed Meghafroner the pandemonium lord
349188 | Zig:17   | Killed Ompegg the pandemonium lord
349189 | Zig:17   | Killed Atutsawk the pandemonium lord
349189 | Zig:17   | Killed Ruaxkul the pandemonium lord
349189 | Zig:17   | Killed Dionuh the pandemonium lord
349189 | Zig:17   | Killed Voeceoro the pandemonium lord
349189 | Zig:17   | Killed Tups the pandemonium lord
349189 | Zig:17   | Killed Zaan the pandemonium lord
349189 | Zig:17   | Killed Wukinnuz the pandemonium lord
349190 | Zig:17   | Killed Lodyro the pandemonium lord
349190 | Zig:17   | Killed Puaxul the pandemonium lord
349190 | Zig:17   | Killed Taohy the pandemonium lord
349190 | Zig:17   | Killed Wipeschach the pandemonium lord
349190 | Zig:17   | Killed Eblur the pandemonium lord
349190 | Zig:17   | Killed Uholiec the pandemonium lord
349190 | Zig:17   | Killed Jir Pi Namn the pandemonium lord
349190 | Zig:17   | Killed Quetsodu the pandemonium lord
349191 | Zig:17   | Killed Saajom the pandemonium lord
349191 | Zig:17   | Killed Qacwimio the pandemonium lord
349192 | Zig:17   | Killed Tilios the pandemonium lord
349193 | Zig:17   | Killed Usmanoh the pandemonium lord
349195 | Zig:17   | Killed Savume the pandemonium lord
349195 | Zig:17   | Killed Sumeih the pandemonium lord
349195 | Zig:17   | Killed Syqamo the pandemonium lord
349195 | Zig:17   | Killed Wegokh the pandemonium lord
349195 | Zig:17   | Killed Boahiu the pandemonium lord
349195 | Zig:17   | Killed Righ the pandemonium lord
349195 | Zig:17   | Killed Kisacloh the pandemonium lord
349195 | Zig:17   | Killed Sunek the pandemonium lord
349195 | Zig:17   | Killed Finunune the pandemonium lord
349195 | Zig:17   | Killed Eciemy the pandemonium lord
349195 | Zig:17   | Killed Qontetz the pandemonium lord
349195 | Zig:17   | Killed Mozocaje the pandemonium lord
349198 | Zig:17   | Killed Faor the pandemonium lord
349198 | Zig:17   | Killed Gausk the pandemonium lord
349198 | Zig:17   | Killed Guihuarch the pandemonium lord
349200 | Zig:17   | Killed Hoyjoc the pandemonium lord
349200 | Zig:17   | Killed Xotao the pandemonium lord
349207 | Zig:17   | Killed Odazxome the pandemonium lord
349208 | Zig:17   | Killed Mavil the pandemonium lord
349209 | Zig:17   | Killed Uxzat the pandemonium lord
349209 | Zig:17   | Killed Isasiats the pandemonium lord
349209 | Zig:17   | Killed Xahaehif the pandemonium lord
349210 | Zig:17   | Killed Ynaniog the pandemonium lord
349210 | Zig:17   | Killed Zoaladd the pandemonium lord
349210 | Zig:17   | Killed Hotufa the pandemonium lord
349213 | Zig:17   | Killed Hofo the pandemonium lord
349215 | Zig:17   | Killed Eckempe the pandemonium lord
349216 | Zig:17   | Killed Kamajaxt the pandemonium lord
349216 | Zig:17   | Killed Oseg the pandemonium lord
349218 | Zig:17   | Killed Deuh the pandemonium lord
349221 | Zig:17   | Killed Dinefup the pandemonium lord
349221 | Zig:17   | Killed Vaadecocuoll the pandemonium lord
349221 | Zig:17   | Killed Ituah the pandemonium lord
349222 | Zig:17   | Killed Wucur the pandemonium lord
349223 | Zig:17   | Killed Qiranapn the pandemonium lord
349223 | Zig:17   | Killed Hotimisk the pandemonium lord
349225 | Zig:17   | Killed Senosofu the pandemonium lord
349225 | Zig:17   | Killed Quit the pandemonium lord
349227 | Zig:17   | Killed Loanaeh the pandemonium lord
349227 | Zig:17   | Killed Vychoij the pandemonium lord
349227 | Zig:17   | Killed Uloh the pandemonium lord
349227 | Zig:17   | Killed Zeligres the pandemonium lord
349227 | Zig:17   | Killed Tubbuph the pandemonium lord
349228 | Zig:17   | Killed Hekhymnos the pandemonium lord
349228 | Zig:17   | Killed Taipsuyve the pandemonium lord
349228 | Zig:17   | Killed Ucytz the pandemonium lord
349228 | Zig:17   | Killed Dutygaofuck the pandemonium lord
349230 | Zig:17   | Killed Mineof the pandemonium lord
349234 | Zig:17   | Killed Bismytui the pandemonium lord
349234 | Zig:17   | Killed Jingyff the pandemonium lord
349234 | Zig:17   | Killed Fejong the pandemonium lord
349234 | Zig:17   | Killed Pinot the pandemonium lord
349234 | Zig:17   | Killed Buehesem the pandemonium lord
349234 | Zig:17   | Killed Kympaote the pandemonium lord
349234 | Zig:17   | Killed Zirozum the pandemonium lord
349234 | Zig:17   | Killed Uhywedam the pandemonium lord
349234 | Zig:17   | Killed Korak the pandemonium lord
349234 | Zig:17   | Killed Ynnach the pandemonium lord
349240 | Zig:17   | Killed Selit the pandemonium lord
349240 | Zig:17   | Killed Ussazul the pandemonium lord
349241 | Zig:17   | Killed Yvonnun the pandemonium lord
349244 | Zig:17   | Killed Batzec the pandemonium lord
349252 | Zig:17   | Killed Ymufix the pandemonium lord
349252 | Zig:17   | Killed Luphufui the pandemonium lord
349267 | Zig:17   | Killed Qagost the pandemonium lord
349272 | Zig:17   | Killed Velyca the pandemonium lord
349273 | Zig:17   | Killed Perch the pandemonium lord
349278 | Zig:17   | Killed Eqeu the pandemonium lord
349283 | Zig:17   | Killed Mompah the pandemonium lord
349286 | Zig:17   | Killed Ilicribe the pandemonium lord
349289 | Zig:17   | Killed Mionofat the pandemonium lord
349303 | Zig:17   | Got a faintly glowing platinum amulet
349304 | Zig:17   | Identified the amulet of Conformity {Spirit Dex+5} (You found it on level 17 of a ziggurat)
349322 | Zig:17   | Got a clouded marble ring
349323 | Zig:17   | Identified the cursed ring "Lintaj" {EV-2 Int+4} (You found it on level 17 of a ziggurat)
349575 | Zig:18   | Entered Level 18 of a ziggurat
349615 | Zig:18   | Identified the Disquisition on Dark Arts
349787 | Zig:18   | Identified the Catalogue of Evil Rituals
349827 | Zig:18   | Identified the Grimoire of Hurtful Good Luck
349913 | Zig:19   | Entered Level 19 of a ziggurat
350094 | Zig:19   | Noticed Isuid the pandemonium lord
350103 | Zig:19   | Killed Isuid the pandemonium lord
350176 | Zig:19   | Got a clouded iron amulet
350177 | Zig:19   | Identified the amulet of Kodim {Spirit rF+ Str+2 Dex-2} (You found it on level 19 of a ziggurat)
350198 | Zig:19   | Got a warped pewter ring
350199 | Zig:19   | Identified the ring "Irual" {+Blink rC+ MP+9 Dex-3} (You found it on level 19 of a ziggurat)
350356 | Zig:20   | Entered Level 20 of a ziggurat
350356 | Zig:20   | Noticed a juggernaut
350356 | Zig:20   | Noticed a juggernaut
350356 | Zig:20   | Noticed a juggernaut
350356 | Zig:20   | Noticed a juggernaut
350356 | Zig:20   | Noticed a juggernaut
350356 | Zig:20   | Noticed a juggernaut
350356 | Zig:20   | Noticed a juggernaut
350356 | Zig:20   | Noticed a juggernaut
350356 | Zig:20   | Noticed a juggernaut
350356 | Zig:20   | Noticed a juggernaut
350359 | Zig:20   | Noticed a juggernaut
350359 | Zig:20   | Noticed a juggernaut
350359 | Zig:20   | Noticed a juggernaut
350359 | Zig:20   | Noticed a juggernaut
350361 | Zig:20   | Noticed a juggernaut
350364 | Zig:20   | Killed a juggernaut
350364 | Zig:20   | Killed a juggernaut
350364 | Zig:20   | Killed a juggernaut
350364 | Zig:20   | Killed a juggernaut
350364 | Zig:20   | Killed a juggernaut
350364 | Zig:20   | Killed a juggernaut
350364 | Zig:20   | Killed a juggernaut
350364 | Zig:20   | Killed a juggernaut
350364 | Zig:20   | Killed a juggernaut
350364 | Zig:20   | Killed a juggernaut
350364 | Zig:20   | Killed a juggernaut
350364 | Zig:20   | Killed a juggernaut
350364 | Zig:20   | Killed a juggernaut
350364 | Zig:20   | Killed a juggernaut
350364 | Zig:20   | Killed a juggernaut
350365 | Zig:20   | Noticed a juggernaut
350365 | Zig:20   | Noticed a juggernaut
350366 | Zig:20   | Noticed a juggernaut
350366 | Zig:20   | Noticed a juggernaut
350367 | Zig:20   | Noticed a juggernaut
350368 | Zig:20   | Noticed a juggernaut
350369 | Zig:20   | Noticed a juggernaut
350370 | Zig:20   | Noticed a juggernaut
350371 | Zig:20   | Noticed a juggernaut
350372 | Zig:20   | Noticed a juggernaut
350374 | Zig:20   | Killed a juggernaut
350374 | Zig:20   | Killed a juggernaut
350374 | Zig:20   | Killed a juggernaut
350374 | Zig:20   | Killed a juggernaut
350374 | Zig:20   | Killed a juggernaut
350374 | Zig:20   | Killed a juggernaut
350374 | Zig:20   | Killed a juggernaut
350374 | Zig:20   | Killed a juggernaut
350374 | Zig:20   | Killed a juggernaut
350387 | Zig:20   | Noticed a juggernaut
350387 | Zig:20   | Noticed a juggernaut
350389 | Zig:20   | Noticed a juggernaut
350389 | Zig:20   | Killed a juggernaut
350389 | Zig:20   | Killed a juggernaut
350390 | Zig:20   | Noticed a juggernaut
350391 | Zig:20   | Noticed a juggernaut
350394 | Zig:20   | Killed a juggernaut
350395 | Zig:20   | Noticed a juggernaut
350397 | Zig:20   | Noticed a juggernaut
350399 | Zig:20   | Noticed a juggernaut
350399 | Zig:20   | Noticed a juggernaut
350399 | Zig:20   | Noticed a juggernaut
350399 | Zig:20   | Noticed a juggernaut
350401 | Zig:20   | Noticed a juggernaut
350402 | Zig:20   | Noticed a juggernaut
350405 | Zig:20   | Killed a juggernaut
350405 | Zig:20   | Killed a juggernaut
350405 | Zig:20   | Killed a juggernaut
350405 | Zig:20   | Killed a juggernaut
350405 | Zig:20   | Killed a juggernaut
350405 | Zig:20   | Killed a juggernaut
350405 | Zig:20   | Killed a juggernaut
350405 | Zig:20   | Killed a juggernaut
350405 | Zig:20   | Killed a juggernaut
350405 | Zig:20   | Killed a juggernaut
350405 | Zig:20   | Killed a juggernaut
350406 | Zig:20   | Noticed a juggernaut
350409 | Zig:20   | Noticed a juggernaut
350410 | Zig:20   | Noticed a juggernaut
350410 | Zig:20   | Noticed a juggernaut
350410 | Zig:20   | Noticed a juggernaut
350411 | Zig:20   | Noticed a juggernaut
350411 | Zig:20   | Noticed a juggernaut
350413 | Zig:20   | Noticed a juggernaut
350415 | Zig:20   | Noticed a juggernaut
350415 | Zig:20   | Noticed a juggernaut
350418 | Zig:20   | Noticed a juggernaut
350422 | Zig:20   | Killed a juggernaut
350422 | Zig:20   | Killed a juggernaut
350422 | Zig:20   | Killed a juggernaut
350422 | Zig:20   | Killed a juggernaut
350422 | Zig:20   | Killed a juggernaut
350422 | Zig:20   | Killed a juggernaut
350422 | Zig:20   | Killed a juggernaut
350422 | Zig:20   | Killed a juggernaut
350422 | Zig:20   | Killed a juggernaut
350422 | Zig:20   | Killed a juggernaut
350422 | Zig:20   | Killed a juggernaut
350423 | Zig:20   | Noticed a juggernaut
350426 | Zig:20   | Noticed a juggernaut
350426 | Zig:20   | Noticed a juggernaut
350427 | Zig:20   | Noticed a juggernaut
350428 | Zig:20   | Noticed a juggernaut
350428 | Zig:20   | Noticed a juggernaut
350431 | Zig:20   | Killed a juggernaut
350432 | Zig:20   | Noticed a juggernaut
350433 | Zig:20   | Noticed a juggernaut
350438 | Zig:20   | Killed a juggernaut
350440 | Zig:20   | Noticed a juggernaut
350442 | Zig:20   | Killed a juggernaut
350442 | Zig:20   | Killed a juggernaut
350442 | Zig:20   | Killed a juggernaut
350442 | Zig:20   | Killed a juggernaut
350442 | Zig:20   | Killed a juggernaut
350442 | Zig:20   | Killed a juggernaut
350443 | Zig:20   | Noticed a juggernaut
350444 | Zig:20   | Noticed a juggernaut
350445 | Zig:20   | Noticed a juggernaut
350447 | Zig:20   | Noticed a juggernaut
350450 | Zig:20   | Noticed a juggernaut
350455 | Zig:20   | Killed a juggernaut
350455 | Zig:20   | Killed a juggernaut
350455 | Zig:20   | Killed a juggernaut
350455 | Zig:20   | Killed a juggernaut
350455 | Zig:20   | Killed a juggernaut
350455 | Zig:20   | Killed a juggernaut
350461 | Zig:20   | Noticed a juggernaut
350462 | Zig:20   | Noticed a juggernaut
350463 | Zig:20   | Noticed a juggernaut
350467 | Zig:20   | Noticed a juggernaut
350468 | Zig:20   | Killed a juggernaut
350468 | Zig:20   | Killed a juggernaut
350468 | Zig:20   | Killed a juggernaut
350470 | Zig:20   | Noticed a juggernaut
350470 | Zig:20   | Noticed a juggernaut
350472 | Zig:20   | Noticed a juggernaut
350476 | Zig:20   | Noticed a juggernaut
350479 | Zig:20   | Noticed a juggernaut
350479 | Zig:20   | Noticed a juggernaut
350481 | Zig:20   | Killed a juggernaut
350481 | Zig:20   | Killed a juggernaut
350481 | Zig:20   | Killed a juggernaut
350481 | Zig:20   | Killed a juggernaut
350481 | Zig:20   | Killed a juggernaut
350481 | Zig:20   | Killed a juggernaut
350489 | Zig:20   | Killed a juggernaut
350493 | Zig:20   | Noticed a juggernaut
350502 | Zig:20   | Killed a juggernaut
350506 | Zig:20   | Noticed a juggernaut
350513 | Zig:20   | Noticed a juggernaut
350518 | Zig:20   | Killed a juggernaut
350518 | Zig:20   | Killed a juggernaut
350528 | Zig:20   | Noticed a juggernaut
350538 | Zig:20   | Noticed a juggernaut
350544 | Zig:20   | Killed a juggernaut
350545 | Zig:20   | Noticed a juggernaut
350548 | Zig:20   | Killed a juggernaut
350549 | Zig:20   | Killed a juggernaut
350666 | Zig:20   | Identified the +6 broad axe of Botis {vamp, MP-9 Dex+5} (You found it on level 20 of a ziggurat)
350856 | Zig:21   | Entered Level 21 of a ziggurat
350926 | Zig:21   | Got a smoking pewter ring
350927 | Zig:21   | Identified the ring "Anolol" {MP+9 SInv} (You found it on level 21 of a ziggurat)
350935 | Zig:21   | Got a glittering copper ring
350936 | Zig:21   | Identified the ring "Faorphij" {+Fly rElec rC+} (You found it on level 21 of a ziggurat)
350959 | Zig:21   | Identified the cursed +1 broad axe of Midsummer {freeze, Str+3} (You found it on level 21 of a ziggurat)
350962 | Zig:21   | Identified the +10 broad axe "Hyganau" {pain, MR+ Str+2} (You found it on level 21 of a ziggurat)
350974 | Zig:21   | Got a wavering bronze amulet
350975 | Zig:21   | Identified the amulet of Woiguvit {Gourm rN+ Int+5 Dex+4} (You found it on level 21 of a ziggurat)
351018 | Zig:21   | Got an ancient tin amulet
351019 | Zig:21   | Identified the amulet "Pipheol" {rC+ Regen+} (You found it on level 21 of a ziggurat)
351255 | Zig:21   | Identified the +4 cloak of Bythiupa {*Slow rElec Str+4 Int+5} (You found it on level 21 of a ziggurat)
351281 | Zig:22   | Entered Level 22 of a ziggurat
351281 | Zig:22   | Noticed Yreuh the pandemonium lord
351281 | Zig:22   | Noticed Usoc the pandemonium lord
351281 | Zig:22   | Noticed Guets the pandemonium lord
351281 | Zig:22   | Noticed Wihoqup the pandemonium lord
351281 | Zig:22   | Noticed Reej Zemao the pandemonium lord
351281 | Zig:22   | Noticed Vykutetzag the pandemonium lord
351281 | Zig:22   | Noticed Ikaylaesu the pandemonium lord
351281 | Zig:22   | Noticed Utyhikex the pandemonium lord
351281 | Zig:22   | Noticed Rinaf the pandemonium lord
351281 | Zig:22   | Noticed Berah the pandemonium lord
351281 | Zig:22   | Noticed Waofiurph the pandemonium lord
351281 | Zig:22   | Noticed Sivos the pandemonium lord
351281 | Zig:22   | Noticed Ulezulos the pandemonium lord
351281 | Zig:22   | Noticed Hiehioko the pandemonium lord
351281 | Zig:22   | Noticed Rate the pandemonium lord
351281 | Zig:22   | Noticed Ixeijaol the pandemonium lord
351281 | Zig:22   | Noticed Ewetoet the pandemonium lord
351281 | Zig:22   | Noticed Ilyisob the pandemonium lord
351281 | Zig:22   | Noticed Durcho the pandemonium lord
351281 | Zig:22   | Noticed Buh Yles the pandemonium lord
351281 | Zig:22   | Noticed Wefrufeh the pandemonium lord
351281 | Zig:22   | Noticed Teatz the pandemonium lord
351281 | Zig:22   | Noticed Leduntue the pandemonium lord
351281 | Zig:22   | Noticed Siystrumi the pandemonium lord
351281 | Zig:22   | Noticed Lack the pandemonium lord
351281 | Zig:22   | Noticed Aloippeapi the pandemonium lord
351281 | Zig:22   | Noticed Mauwig the pandemonium lord
351281 | Zig:22   | Noticed Qodugum the pandemonium lord
351281 | Zig:22   | Noticed Daryw the pandemonium lord
351281 | Zig:22   | Noticed Nonu the pandemonium lord
351281 | Zig:22   | Noticed Naamel the pandemonium lord
351281 | Zig:22   | Noticed Qepuyt the pandemonium lord
351281 | Zig:22   | Noticed Haruapt the pandemonium lord
351281 | Zig:22   | Noticed Zadan the pandemonium lord
351281 | Zig:22   | Noticed Gaan the pandemonium lord
351281 | Zig:22   | Noticed Guneuffano the pandemonium lord
351281 | Zig:22   | Noticed Xuruis the pandemonium lord
351281 | Zig:22   | Noticed Noerchue the pandemonium lord
351281 | Zig:22   | Noticed Qatwoma the pandemonium lord
351281 | Zig:22   | Noticed Ally the pandemonium lord
351283 | Zig:22   | Noticed Riqam the pandemonium lord
351283 | Zig:22   | Noticed Qimow the pandemonium lord
351284 | Zig:22   | Noticed Xeguch the pandemonium lord
351284 | Zig:22   | Noticed Jotos the pandemonium lord
351285 | Zig:22   | Noticed Diujul the pandemonium lord
351285 | Zig:22   | Noticed Dureup the pandemonium lord
351285 | Zig:22   | Noticed Deprasiyc the pandemonium lord
351285 | Zig:22   | Noticed Ohivoes the pandemonium lord
351285 | Zig:22   | Killed Mauwig the pandemonium lord
351285 | Zig:22   | Killed Xuruis the pandemonium lord
351285 | Zig:22   | Killed Teatz the pandemonium lord
351285 | Zig:22   | Killed Wihoqup the pandemonium lord
351285 | Zig:22   | Killed Usoc the pandemonium lord
351286 | Zig:22   | Noticed Roqizenn the pandemonium lord
351286 | Zig:22   | Noticed Nuvyotz the pandemonium lord
351286 | Zig:22   | Noticed Rodalaatt the pandemonium lord
351286 | Zig:22   | Noticed Qeek Orgh the pandemonium lord
351286 | Zig:22   | Killed Guneuffano the pandemonium lord
351287 | Zig:22   | Noticed Xihib the pandemonium lord
351287 | Zig:22   | Killed Gaan the pandemonium lord
351288 | Zig:22   | Killed Durcho the pandemonium lord
351288 | Zig:22   | Killed Sivos the pandemonium lord
351288 | Zig:22   | Killed Ulezulos the pandemonium lord
351289 | Zig:22   | Noticed Bounuwub the pandemonium lord
351290 | Zig:22   | Noticed Oxices the pandemonium lord
351292 | Zig:22   | Killed Ilyisob the pandemonium lord
351293 | Zig:22   | Noticed Butohul the pandemonium lord
351295 | Zig:22   | Noticed Wito the pandemonium lord
351295 | Zig:22   | Killed Noerchue the pandemonium lord
351295 | Zig:22   | Killed Lack the pandemonium lord
351295 | Zig:22   | Killed Rinaf the pandemonium lord
351295 | Zig:22   | Killed Buh Yles the pandemonium lord
351295 | Zig:22   | Killed Nonu the pandemonium lord
351295 | Zig:22   | Killed Ikaylaesu the pandemonium lord
351295 | Zig:22   | Killed Ixeijaol the pandemonium lord
351295 | Zig:22   | Killed Qodugum the pandemonium lord
351297 | Zig:22   | Killed Naamel the pandemonium lord
351298 | Zig:22   | Noticed Meig Yca the pandemonium lord
351299 | Zig:22   | Noticed Falisem the pandemonium lord
351299 | Zig:22   | Noticed Xydwin the pandemonium lord
351299 | Zig:22   | Killed Wefrufeh the pandemonium lord
351299 | Zig:22   | Killed Liowki Diryck the pandemonium lord
351299 | Zig:22   | Killed Daryw the pandemonium lord
351300 | Zig:22   | Killed Oxices the pandemonium lord
351301 | Zig:22   | Noticed Vusor the pandemonium lord
351303 | Zig:22   | Killed Butohul the pandemonium lord
351304 | Zig:22   | Noticed Jujaefe the pandemonium lord
351305 | Zig:22   | Killed Xihib the pandemonium lord
351305 | Zig:22   | Killed Siystrumi the pandemonium lord
351305 | Zig:22   | Killed Xeguch the pandemonium lord
351305 | Zig:22   | Killed Leduntue the pandemonium lord
351305 | Zig:22   | Killed Zadan the pandemonium lord
351306 | Zig:22   | Noticed Awuaxun the pandemonium lord
351306 | Zig:22   | Killed Waofiurph the pandemonium lord
351307 | Zig:22   | Noticed Zyiror the pandemonium lord
351308 | Zig:22   | Noticed Lamud the pandemonium lord
351309 | Zig:22   | Noticed Oguyc the pandemonium lord
351312 | Zig:22   | Killed Rate the pandemonium lord
351312 | Zig:22   | Killed Falisem the pandemonium lord
351312 | Zig:22   | Killed Lamud the pandemonium lord
351312 | Zig:22   | Killed Haruapt the pandemonium lord
351312 | Zig:22   | Killed Berah the pandemonium lord
351312 | Zig:22   | Killed Xydwin the pandemonium lord
351312 | Zig:22   | Killed Deprasiyc the pandemonium lord
351313 | Zig:22   | Killed Qepuyt the pandemonium lord
351313 | Zig:22   | Killed Ewetoet the pandemonium lord
351313 | Zig:22   | Killed Yreuh the pandemonium lord
351313 | Zig:22   | Killed Nuvyotz the pandemonium lord
351313 | Zig:22   | Killed Lant the pandemonium lord
351313 | Zig:22   | Killed Ohivoes the pandemonium lord
351313 | Zig:22   | Killed Diujul the pandemonium lord
351313 | Zig:22   | Killed Roqizenn the pandemonium lord
351314 | Zig:22   | Killed Qatwoma the pandemonium lord
351315 | Zig:22   | Noticed Biffourull the pandemonium lord
351315 | Zig:22   | Noticed Ammerace the pandemonium lord
351315 | Zig:22   | Killed Qeek Orgh the pandemonium lord
351317 | Zig:22   | Noticed Eleluito the pandemonium lord
351317 | Zig:22   | Noticed Seacun Has the pandemonium lord
351317 | Zig:22   | Killed Rodalaatt the pandemonium lord
351317 | Zig:22   | Killed Aloippeapi the pandemonium lord
351319 | Zig:22   | Noticed Raitu the pandemonium lord
351319 | Zig:22   | Noticed Osorphag the pandemonium lord
351320 | Zig:22   | Noticed Ticuly Qilo the pandemonium lord
351320 | Zig:22   | Killed Riqam the pandemonium lord
351321 | Zig:22   | Noticed Kase the pandemonium lord
351322 | Zig:22   | Noticed Junk the pandemonium lord
351322 | Zig:22   | Killed Ally the pandemonium lord
351322 | Zig:22   | Killed Eleluito the pandemonium lord
351322 | Zig:22   | Killed Ticuly Qilo the pandemonium lord
351322 | Zig:22   | Killed Jujaefe the pandemonium lord
351322 | Zig:22   | Killed Meig Yca the pandemonium lord
351322 | Zig:22   | Killed Guets the pandemonium lord
351323 | Zig:22   | Noticed Ygefoub the pandemonium lord
351324 | Zig:22   | Noticed Upes the pandemonium lord
351324 | Zig:22   | Killed Vykutetzag the pandemonium lord
351324 | Zig:22   | Killed Jotos the pandemonium lord
351325 | Zig:22   | Noticed Wizeylof the pandemonium lord
351325 | Zig:22   | Noticed Jetili the pandemonium lord
351325 | Zig:22   | Killed Ygefoub the pandemonium lord
351325 | Zig:22   | Killed Junk the pandemonium lord
351325 | Zig:22   | Killed Wizeylof the pandemonium lord
351325 | Zig:22   | Killed Seacun Has the pandemonium lord
351325 | Zig:22   | Killed Ammerace the pandemonium lord
351326 | Zig:22   | Noticed Ifupos the pandemonium lord
351326 | Zig:22   | Noticed Gyuqism the pandemonium lord
351326 | Zig:22   | Noticed Gulox the pandemonium lord
351327 | Zig:22   | Noticed Genihid the pandemonium lord
351330 | Zig:22   | Noticed Vilo Ecemi the pandemonium lord
351330 | Zig:22   | Killed Oguyc the pandemonium lord
351330 | Zig:22   | Killed Raitu the pandemonium lord
351330 | Zig:22   | Killed Upes the pandemonium lord
351330 | Zig:22   | Killed Medd the pandemonium lord
351330 | Zig:22   | Killed Zyiror the pandemonium lord
351331 | Zig:22   | Noticed Esyiwuso the pandemonium lord
351331 | Zig:22   | Noticed Vular the pandemonium lord
351332 | Zig:22   | Noticed Xoedagh the pandemonium lord
351333 | Zig:22   | Noticed Mahil the pandemonium lord
351333 | Zig:22   | Noticed Wyak the pandemonium lord
351333 | Zig:22   | Noticed Piockuajyrch the pandemonium lord
351333 | Zig:22   | Killed Gyuqism the pandemonium lord
351333 | Zig:22   | Killed Wito the pandemonium lord
351333 | Zig:22   | Killed Osorphag the pandemonium lord
351333 | Zig:22   | Killed Gulox the pandemonium lord
351334 | Zig:22   | Noticed Lifoyr the pandemonium lord
351334 | Zig:22   | Noticed Ziudeutu the pandemonium lord
351334 | Zig:22   | Killed Xoedagh the pandemonium lord
351334 | Zig:22   | Killed Utyhikex the pandemonium lord
351334 | Zig:22   | Killed Vilo Ecemi the pandemonium lord
351334 | Zig:22   | Killed Kase the pandemonium lord
351334 | Zig:22   | Killed Bounuwub the pandemonium lord
351334 | Zig:22   | Killed Awuaxun the pandemonium lord
351334 | Zig:22   | Killed Ifupos the pandemonium lord
351334 | Zig:22   | Killed Hiehioko the pandemonium lord
351335 | Zig:22   | Killed Ziudeutu the pandemonium lord
351336 | Zig:22   | Noticed Nopipt the pandemonium lord
351336 | Zig:22   | Noticed Wiff the pandemonium lord
351336 | Zig:22   | Noticed Tyejumew the pandemonium lord
351337 | Zig:22   | Noticed Ewurrib the pandemonium lord
351337 | Zig:22   | Noticed Cise the pandemonium lord
351338 | Zig:22   | Noticed Widioru the pandemonium lord
351338 | Zig:22   | Noticed Teid Ziq the pandemonium lord
351338 | Zig:22   | Noticed Vugiajue the pandemonium lord
351338 | Zig:22   | Noticed Lyxtoru the pandemonium lord
351339 | Zig:22   | Noticed Reijul the pandemonium lord
351339 | Zig:22   | Noticed Jitwutof the pandemonium lord
351339 | Zig:22   | Noticed Feymoup the pandemonium lord
351340 | Zig:22   | Noticed Yxkashra the pandemonium lord
351340 | Zig:22   | Noticed Lilege the pandemonium lord
351342 | Zig:22   | Noticed Lamaawk the pandemonium lord
351342 | Zig:22   | Killed Lifoyr the pandemonium lord
351343 | Zig:22   | Noticed Cyodap the pandemonium lord
351345 | Zig:22   | Killed Piockuajyrch the pandemonium lord
351346 | Zig:22   | Killed Esyiwuso the pandemonium lord
351346 | Zig:22   | Killed Lilege the pandemonium lord
351346 | Zig:22   | Killed Qimow the pandemonium lord
351346 | Zig:22   | Killed Yxkashra the pandemonium lord
351346 | Zig:22   | Noticed Gessen the pandemonium lord
351347 | Zig:22   | Killed Biffourull the pandemonium lord
351347 | Zig:22   | Killed Dureup the pandemonium lord
351347 | Zig:22   | Killed Cyodap the pandemonium lord
351347 | Zig:22   | Killed Vular the pandemonium lord
351347 | Zig:22   | Killed Vugiajue the pandemonium lord
351350 | Zig:22   | Noticed Qonisifi the pandemonium lord
351350 | Zig:22   | Killed Gessen the pandemonium lord
351350 | Zig:22   | Killed Wyak the pandemonium lord
351351 | Zig:22   | Noticed Naimnuf the pandemonium lord
351351 | Zig:22   | Killed Feymoup the pandemonium lord
351351 | Zig:22   | Killed Lyxtoru the pandemonium lord
351352 | Zig:22   | Noticed Famouvum the pandemonium lord
351352 | Zig:22   | Noticed Hipniam the pandemonium lord
351352 | Zig:22   | Noticed Zuphivva the pandemonium lord
351352 | Zig:22   | Killed Naimnuf the pandemonium lord
351353 | Zig:22   | Killed Qonisifi the pandemonium lord
351354 | Zig:22   | Noticed Boepn the pandemonium lord
351354 | Zig:22   | Killed Teid Ziq the pandemonium lord
351355 | Zig:22   | Noticed Ikutien the pandemonium lord
351355 | Zig:22   | Noticed Reziuschu the pandemonium lord
351355 | Zig:22   | Killed Reijul the pandemonium lord
351356 | Zig:22   | Noticed Giett the pandemonium lord
351356 | Zig:22   | Noticed Keiqiq the pandemonium lord
351356 | Zig:22   | Killed Vusor the pandemonium lord
351356 | Zig:22   | Killed Lamaawk the pandemonium lord
351356 | Zig:22   | Killed Mahil the pandemonium lord
351357 | Zig:22   | Noticed Naeval the pandemonium lord
351357 | Zig:22   | Noticed Jieghuoma the pandemonium lord
351357 | Zig:22   | Killed Cise the pandemonium lord
351357 | Zig:22   | Killed Jitwutof the pandemonium lord
351357 | Zig:22   | Killed Boepn the pandemonium lord
351357 | Zig:22   | Killed Ikutien the pandemonium lord
351357 | Zig:22   | Killed Widioru the pandemonium lord
351358 | Zig:22   | Noticed Qobunle the pandemonium lord
351360 | Zig:22   | Noticed Ocuiqops the pandemonium lord
351360 | Zig:22   | Noticed Yropoukko the pandemonium lord
351360 | Zig:22   | Noticed Cerass the pandemonium lord
351360 | Zig:22   | Noticed Haotaschu the pandemonium lord
351360 | Zig:22   | Noticed Nohase the pandemonium lord
351363 | Zig:22   | Noticed Regij Erit the pandemonium lord
351364 | Zig:22   | Killed Reziuschu the pandemonium lord
351364 | Zig:22   | Killed Genihid the pandemonium lord
351364 | Zig:22   | Killed Nopipt the pandemonium lord
351364 | Zig:22   | Killed Wiff the pandemonium lord
351364 | Zig:22   | Killed Ewurrib the pandemonium lord
351364 | Zig:22   | Killed Zuphivva the pandemonium lord
351365 | Zig:22   | Noticed Wastisch the pandemonium lord
351365 | Zig:22   | Killed Jieghuoma the pandemonium lord
351365 | Zig:22   | Killed Ocuiqops the pandemonium lord
351365 | Zig:22   | Killed Bubboas the pandemonium lord
351365 | Zig:22   | Killed Vism the pandemonium lord
351365 | Zig:22   | Killed Regij Erit the pandemonium lord
351365 | Zig:22   | Killed Cerass the pandemonium lord
351365 | Zig:22   | Killed Nohase the pandemonium lord
351367 | Zig:22   | Noticed Fuown the pandemonium lord
351367 | Zig:22   | Noticed Fomiev the pandemonium lord
351367 | Zig:22   | Killed Ewkyji the pandemonium lord
351367 | Zig:22   | Killed Hapuulat the pandemonium lord
351367 | Zig:22   | Killed Reej Zemao the pandemonium lord
351368 | Zig:22   | Noticed Gicw the pandemonium lord
351368 | Zig:22   | Killed Qamya the pandemonium lord
351368 | Zig:22   | Killed Famouvum the pandemonium lord
351368 | Zig:22   | Killed Fomiev the pandemonium lord
351368 | Zig:22   | Killed Naeval the pandemonium lord
351368 | Zig:22   | Killed Hipniam the pandemonium lord
351368 | Zig:22   | Killed Gicw the pandemonium lord
351368 | Zig:22   | Killed Qobunle the pandemonium lord
351368 | Zig:22   | Killed Tyejumew the pandemonium lord
351370 | Zig:22   | Noticed Zefifoo the pandemonium lord
351370 | Zig:22   | Killed Fuown the pandemonium lord
351371 | Zig:22   | Noticed Veuqen the pandemonium lord
351371 | Zig:22   | Noticed Nilealle the pandemonium lord
351372 | Zig:22   | Noticed Toamuco the pandemonium lord
351372 | Zig:22   | Noticed Famushuu the pandemonium lord
351372 | Zig:22   | Noticed Wobleek the pandemonium lord
351373 | Zig:22   | Noticed Uneawo the pandemonium lord
351373 | Zig:22   | Noticed Hyttyhu the pandemonium lord
351373 | Zig:22   | Killed Toamuco the pandemonium lord
351374 | Zig:22   | Noticed Bini the pandemonium lord
351374 | Zig:22   | Killed Bini the pandemonium lord
351374 | Zig:22   | Killed Veuqen the pandemonium lord
351374 | Zig:22   | Killed Wastisch the pandemonium lord
351374 | Zig:22   | Killed Hyttyhu the pandemonium lord
351374 | Zig:22   | Killed Nilealle the pandemonium lord
351375 | Zig:22   | Killed Famushuu the pandemonium lord
351376 | Zig:22   | Noticed Custraan the pandemonium lord
351376 | Zig:22   | Killed Uneawo the pandemonium lord
351377 | Zig:22   | Noticed Xilax the pandemonium lord
351377 | Zig:22   | Noticed Ugefifohom the pandemonium lord
351377 | Zig:22   | Killed Yropoukko the pandemonium lord
351378 | Zig:22   | Noticed Ynowas the pandemonium lord
351379 | Zig:22   | Noticed Biutiele the pandemonium lord
351380 | Zig:22   | Noticed Ogaunn the pandemonium lord
351381 | Zig:22   | Noticed Egrazous the pandemonium lord
351382 | Zig:22   | Killed Egrazous the pandemonium lord
351382 | Zig:22   | Killed Ugefifohom the pandemonium lord
351383 | Zig:22   | Noticed Qohozoq the pandemonium lord
351384 | Zig:22   | Noticed Fic Deev the pandemonium lord
351384 | Zig:22   | Noticed Tahus the pandemonium lord
351385 | Zig:22   | Noticed Kuamen the pandemonium lord
351385 | Zig:22   | Noticed Huoghe the pandemonium lord
351385 | Zig:22   | Killed Qohozoq the pandemonium lord
351385 | Zig:22   | Killed Zefifoo the pandemonium lord
351386 | Zig:22   | Noticed Weuhek the pandemonium lord
351386 | Zig:22   | Noticed Fuheofent the pandemonium lord
351387 | Zig:22   | Killed Fic Deev the pandemonium lord
351387 | Zig:22   | Killed Huoghe the pandemonium lord
351387 | Zig:22   | Killed Orusui the pandemonium lord
351388 | Zig:22   | Noticed Yroerall the pandemonium lord
351388 | Zig:22   | Killed Wobleek the pandemonium lord
351388 | Zig:22   | Killed Fuheofent the pandemonium lord
351388 | Zig:22   | Killed Yroerall the pandemonium lord
351388 | Zig:22   | Killed Custraan the pandemonium lord
351388 | Zig:22   | Killed Tahus the pandemonium lord
351390 | Zig:22   | Noticed Roreroi the pandemonium lord
351391 | Zig:22   | Killed Biutiele the pandemonium lord
351391 | Zig:22   | Killed Haotaschu the pandemonium lord
351391 | Zig:22   | Killed Weuhek the pandemonium lord
351392 | Zig:22   | Killed Jigino Zupa the pandemonium lord
351392 | Zig:22   | Killed Jugex the pandemonium lord
351393 | Zig:22   | Noticed Ugguimui the pandemonium lord
351393 | Zig:22   | Noticed Seseqe Ugiss the pandemonium lord
351394 | Zig:22   | Noticed Qenadgh the pandemonium lord
351394 | Zig:22   | Noticed Fuvibit the pandemonium lord
351394 | Zig:22   | Noticed Boahur Lexe the pandemonium lord
351395 | Zig:22   | Killed Ogaunn the pandemonium lord
351396 | Zig:22   | Killed Keiqiq the pandemonium lord
351396 | Zig:22   | Killed Giett the pandemonium lord
351397 | Zig:22   | Killed Cijay the pandemonium lord
351397 | Zig:22   | Killed Kuamen the pandemonium lord
351398 | Zig:22   | Noticed Niuc the pandemonium lord
351399 | Zig:22   | Noticed Vugeimeb the pandemonium lord
351399 | Zig:22   | Killed Xilax the pandemonium lord
351400 | Zig:22   | Noticed Xeox Ide the pandemonium lord
351400 | Zig:22   | Killed Qenadgh the pandemonium lord
351400 | Zig:22   | Killed Fuvibit the pandemonium lord
351401 | Zig:22   | Noticed Odoemyh the pandemonium lord
351401 | Zig:22   | Noticed Qamm the pandemonium lord
351401 | Zig:22   | Noticed Malijuckeng the pandemonium lord
351401 | Zig:22   | Killed Boahur Lexe the pandemonium lord
351401 | Zig:22   | Killed Vugeimeb the pandemonium lord
351402 | Zig:22   | Noticed Qotul the pandemonium lord
351402 | Zig:22   | Noticed Mempinna the pandemonium lord
351402 | Zig:22   | Noticed Ehanyr the pandemonium lord
351402 | Zig:22   | Noticed Iqeul the pandemonium lord
351402 | Zig:22   | Killed Roreroi the pandemonium lord
351403 | Zig:22   | Noticed Cuuridew the pandemonium lord
351403 | Zig:22   | Noticed Xusonest the pandemonium lord
351403 | Zig:22   | Noticed Ezaoculyu the pandemonium lord
351404 | Zig:22   | Killed Ezaoculyu the pandemonium lord
351404 | Zig:22   | Killed Ehanyr the pandemonium lord
351404 | Zig:22   | Killed Mempinna the pandemonium lord
351405 | Zig:22   | Noticed Upeiva the pandemonium lord
351405 | Zig:22   | Noticed Tuuxoin the pandemonium lord
351406 | Zig:22   | Noticed Pupoeg the pandemonium lord
351407 | Zig:22   | Noticed Giahijul the pandemonium lord
351407 | Zig:22   | Noticed Vuseghuuku the pandemonium lord
351407 | Zig:22   | Noticed Unleipp the pandemonium lord
351407 | Zig:22   | Noticed Bisom the pandemonium lord
351407 | Zig:22   | Noticed Akerghigh the pandemonium lord
351408 | Zig:22   | Noticed Viumn the pandemonium lord
351410 | Zig:22   | Noticed Naut the pandemonium lord
351411 | Zig:22   | Noticed Enoeclor the pandemonium lord
351412 | Zig:22   | Noticed Jucahure the pandemonium lord
351413 | Zig:22   | Noticed Ypponoum the pandemonium lord
351413 | Zig:22   | Killed Qotul the pandemonium lord
351413 | Zig:22   | Killed Seseqe Ugiss the pandemonium lord
351413 | Zig:22   | Killed Qamm the pandemonium lord
351414 | Zig:22   | Noticed Yleatady the pandemonium lord
351414 | Zig:22   | Noticed Cyask the pandemonium lord
351414 | Zig:22   | Killed Viumn the pandemonium lord
351414 | Zig:22   | Killed Unleipp the pandemonium lord
351414 | Zig:22   | Killed Odoemyh the pandemonium lord
351414 | Zig:22   | Killed Malijuckeng the pandemonium lord
351414 | Zig:22   | Killed Niuc the pandemonium lord
351414 | Zig:22   | Killed Iqeul the pandemonium lord
351415 | Zig:22   | Noticed Coulodd the pandemonium lord
351415 | Zig:22   | Noticed Zion the pandemonium lord
351415 | Zig:22   | Noticed Gyf Guub the pandemonium lord
351415 | Zig:22   | Killed Pupoeg the pandemonium lord
351416 | Zig:22   | Noticed Hergh the pandemonium lord
351416 | Zig:22   | Killed Xeox Ide the pandemonium lord
351417 | Zig:22   | Noticed Ezac the pandemonium lord
351417 | Zig:22   | Noticed Repiz the pandemonium lord
351418 | Zig:22   | Noticed Kusaypops the pandemonium lord
351418 | Zig:22   | Noticed Hixzufibb the pandemonium lord
351418 | Zig:22   | Noticed Wiruegg the pandemonium lord
351418 | Zig:22   | Killed Enoeclor the pandemonium lord
351418 | Zig:22   | Killed Zion the pandemonium lord
351418 | Zig:22   | Killed Bisom the pandemonium lord
351419 | Zig:22   | Noticed Waghir the pandemonium lord
351419 | Zig:22   | Noticed Zoremyad the pandemonium lord
351421 | Zig:22   | Noticed Laeqa the pandemonium lord
351421 | Zig:22   | Killed Giahijul the pandemonium lord
351421 | Zig:22   | Killed Yleatady the pandemonium lord
351421 | Zig:22   | Killed Vuseghuuku the pandemonium lord
351421 | Zig:22   | Killed Ynowas the pandemonium lord
351421 | Zig:22   | Killed Gyf Guub the pandemonium lord
351421 | Zig:22   | Killed Ezac the pandemonium lord
351422 | Zig:22   | Noticed Zaluesi the pandemonium lord
351422 | Zig:22   | Killed Hixzufibb the pandemonium lord
351422 | Zig:22   | Killed Kusaypops the pandemonium lord
351423 | Zig:22   | Noticed Xougiffar the pandemonium lord
351423 | Zig:22   | Noticed Sextiost the pandemonium lord
351423 | Zig:22   | Noticed Eseff the pandemonium lord
351423 | Zig:22   | Killed Ypponoum the pandemonium lord
351423 | Zig:22   | Killed Wiruegg the pandemonium lord
351423 | Zig:22   | Killed Daciag the pandemonium lord
351423 | Zig:22   | Killed Eseff the pandemonium lord
351423 | Zig:22   | Killed Cyask the pandemonium lord
351424 | Zig:22   | Noticed Nadito Ralu the pandemonium lord
351424 | Zig:22   | Noticed Ibugapun the pandemonium lord
351424 | Zig:22   | Killed Ibugapun the pandemonium lord
351425 | Zig:22   | Noticed Fajiyguh the pandemonium lord
351425 | Zig:22   | Noticed Eblotuab the pandemonium lord
351426 | Zig:22   | Noticed Jojein the pandemonium lord
351427 | Zig:22   | Noticed Ruafud the pandemonium lord
351427 | Zig:22   | Noticed Sasois the pandemonium lord
351427 | Zig:22   | Noticed Zuiv the pandemonium lord
351427 | Zig:22   | Noticed Zapsohew the pandemonium lord
351429 | Zig:22   | Noticed Dece the pandemonium lord
351429 | Zig:22   | Noticed Jymneody the pandemonium lord
351429 | Zig:22   | Noticed Foolazom the pandemonium lord
351430 | Zig:22   | Noticed Hifoacor the pandemonium lord
351430 | Zig:22   | Noticed Lyariliofe the pandemonium lord
351430 | Zig:22   | Killed Repiz the pandemonium lord
351430 | Zig:22   | Killed Laeqa the pandemonium lord
351430 | Zig:22   | Killed Jymneody the pandemonium lord
351430 | Zig:22   | Killed Hergh the pandemonium lord
351430 | Zig:22   | Killed Hifoacor the pandemonium lord
351431 | Zig:22   | Noticed Doycrueczi the pandemonium lord
351432 | Zig:22   | Killed Coulodd the pandemonium lord
351433 | Zig:22   | Noticed Gaor the pandemonium lord
351433 | Zig:22   | Noticed Fianat the pandemonium lord
351433 | Zig:22   | Killed Dece the pandemonium lord
351433 | Zig:22   | Killed Xusonest the pandemonium lord
351433 | Zig:22   | Killed Zapsohew the pandemonium lord
351433 | Zig:22   | Killed Doycrueczi the pandemonium lord
351433 | Zig:22   | Killed Xougiffar the pandemonium lord
351433 | Zig:22   | Killed Ugguimui the pandemonium lord
351434 | Zig:22   | Noticed Hiomias the pandemonium lord
351435 | Zig:22   | Noticed Vyuta the pandemonium lord
351436 | Zig:22   | Noticed Pizappep the pandemonium lord
351436 | Zig:22   | Noticed Hubbobab the pandemonium lord
351436 | Zig:22   | Killed Zuiv the pandemonium lord
351437 | Zig:22   | Killed Fajiyguh the pandemonium lord
351437 | Zig:22   | Killed Zoremyad the pandemonium lord
351438 | Zig:22   | Noticed Unatt the pandemonium lord
351438 | Zig:22   | Killed Lyariliofe the pandemonium lord
351439 | Zig:22   | Noticed Foqeom the pandemonium lord
351439 | Zig:22   | Noticed Gaugel the pandemonium lord
351439 | Zig:22   | Noticed Akeur the pandemonium lord
351440 | Zig:22   | Noticed Qatuiry the pandemonium lord
351440 | Zig:22   | Noticed Surhaweb the pandemonium lord
351441 | Zig:22   | Noticed Seiph the pandemonium lord
351441 | Zig:22   | Noticed Opuhahy the pandemonium lord
351441 | Zig:22   | Killed Hubbobab the pandemonium lord
351442 | Zig:22   | Noticed Veabrex the pandemonium lord
351443 | Zig:22   | Noticed Arorryeq the pandemonium lord
351443 | Zig:22   | Killed Fianat the pandemonium lord
351445 | Zig:22   | Noticed Oryteif the pandemonium lord
351445 | Zig:22   | Killed Unatt the pandemonium lord
351447 | Zig:22   | Killed Naut the pandemonium lord
351447 | Zig:22   | Killed Foolazom the pandemonium lord
351447 | Zig:22   | Killed Veabrex the pandemonium lord
351448 | Zig:22   | Noticed Zudwaoq the pandemonium lord
351449 | Zig:22   | Killed Gaor the pandemonium lord
351449 | Zig:22   | Killed Zaluesi the pandemonium lord
351450 | Zig:22   | Killed Zudwaoq the pandemonium lord
351450 | Zig:22   | Killed Upeiva the pandemonium lord
351450 | Zig:22   | Killed Nadito Ralu the pandemonium lord
351450 | Zig:22   | Killed Arorryeq the pandemonium lord
351450 | Zig:22   | Killed Sasois the pandemonium lord
351450 | Zig:22   | Killed Oryteif the pandemonium lord
351450 | Zig:22   | Killed Waghir the pandemonium lord
351451 | Zig:22   | Noticed Ekluma the pandemonium lord
351451 | Zig:22   | Killed Jojein the pandemonium lord
351451 | Zig:22   | Killed Opuhahy the pandemonium lord
351451 | Zig:22   | Killed Qatuiry the pandemonium lord
351451 | Zig:22   | Killed Ruafud the pandemonium lord
351452 | Zig:22   | Noticed Kaibos the pandemonium lord
351452 | Zig:22   | Noticed Pitel the pandemonium lord
351452 | Zig:22   | Noticed Laotueze the pandemonium lord
351452 | Zig:22   | Killed Ekluma the pandemonium lord
351453 | Zig:22   | Noticed Yruelauv the pandemonium lord
351453 | Zig:22   | Killed Pizappep the pandemonium lord
351453 | Zig:22   | Killed Pitel the pandemonium lord
351453 | Zig:22   | Killed Gaugel the pandemonium lord
351454 | Zig:22   | Killed Vyuta the pandemonium lord
351454 | Zig:22   | Killed Akeur the pandemonium lord
351454 | Zig:22   | Killed Ceowa the pandemonium lord
351455 | Zig:22   | Noticed Hiut the pandemonium lord
351455 | Zig:22   | Noticed Kawkiv the pandemonium lord
351456 | Zig:22   | Noticed Fuuvoklu the pandemonium lord
351457 | Zig:22   | Noticed Amed the pandemonium lord
351457 | Zig:22   | Noticed Yfach the pandemonium lord
351457 | Zig:22   | Noticed Evouqum the pandemonium lord
351459 | Zig:22   | Noticed Gebog the pandemonium lord
351463 | Zig:22   | Noticed Gyrhoi Cecwu the pandemonium lord
351463 | Zig:22   | Killed Surhaweb the pandemonium lord
351463 | Zig:22   | Killed Hiomias the pandemonium lord
351463 | Zig:22   | Killed Foqeom the pandemonium lord
351463 | Zig:22   | Killed Fuuvoklu the pandemonium lord
351464 | Zig:22   | Killed Tuuxoin the pandemonium lord
351464 | Zig:22   | Killed Jucahure the pandemonium lord
351464 | Zig:22   | Killed Sextiost the pandemonium lord
351465 | Zig:22   | Noticed Zahumis the pandemonium lord
351466 | Zig:22   | Killed Amed the pandemonium lord
351466 | Zig:22   | Killed Hiut the pandemonium lord
351466 | Zig:22   | Killed Kaibos the pandemonium lord
351466 | Zig:22   | Killed Akerghigh the pandemonium lord
351467 | Zig:22   | Noticed Bahaosh the pandemonium lord
351468 | Zig:22   | Killed Evouqum the pandemonium lord
351472 | Zig:22   | Noticed Gotas the pandemonium lord
351472 | Zig:22   | Noticed Hamnijutt the pandemonium lord
351472 | Zig:22   | Noticed Poevig the pandemonium lord
351472 | Zig:22   | Killed Bahaosh the pandemonium lord
351472 | Zig:22   | Killed Laotueze the pandemonium lord
351472 | Zig:22   | Killed Yruelauv the pandemonium lord
351472 | Zig:22   | Killed Zahumis the pandemonium lord
351472 | Zig:22   | Killed Gyrhoi Cecwu the pandemonium lord
351473 | Zig:22   | Noticed Kasy the pandemonium lord
351473 | Zig:22   | Killed Cuuridew the pandemonium lord
351475 | Zig:22   | Noticed Zilalyepn the pandemonium lord
351476 | Zig:22   | Killed Jetili the pandemonium lord
351476 | Zig:22   | Killed Eblotuab the pandemonium lord
351476 | Zig:22   | Killed Poevig the pandemonium lord
351476 | Zig:22   | Killed Yfach the pandemonium lord
351476 | Zig:22   | Killed Seiph the pandemonium lord
351477 | Zig:22   | Noticed Lanidan the pandemonium lord
351479 | Zig:22   | Noticed Diwneffum the pandemonium lord
351479 | Zig:22   | Noticed Ysuesen the pandemonium lord
351480 | Zig:22   | Noticed Sinucuad the pandemonium lord
351481 | Zig:22   | Noticed Hubudeto the pandemonium lord
351481 | Zig:22   | Killed Gebog the pandemonium lord
351482 | Zig:22   | Killed Kasy the pandemonium lord
351482 | Zig:22   | Killed Kawkiv the pandemonium lord
351482 | Zig:22   | Killed Diwneffum the pandemonium lord
351482 | Zig:22   | Killed Hamnijutt the pandemonium lord
351482 | Zig:22   | Killed Ebboy the pandemonium lord
351482 | Zig:22   | Killed Ralerhon the pandemonium lord
351484 | Zig:22   | Killed Hubudeto the pandemonium lord
351484 | Zig:22   | Killed Sinucuad the pandemonium lord
351485 | Zig:22   | Noticed Diludd the pandemonium lord
351485 | Zig:22   | Killed Gotas the pandemonium lord
351485 | Zig:22   | Killed Lanidan the pandemonium lord
351487 | Zig:22   | Noticed Oriroyjia the pandemonium lord
351487 | Zig:22   | Killed Ysuesen the pandemonium lord
351487 | Zig:22   | Killed Zilalyepn the pandemonium lord
351487 | Zig:22   | Killed Qesienidgh the pandemonium lord
351487 | Zig:22   | Killed Diludd the pandemonium lord
351489 | Zig:22   | Noticed Qoshram the pandemonium lord
351489 | Zig:22   | Killed Oriroyjia the pandemonium lord
351489 | Zig:22   | Killed Geziamao the pandemonium lord
351491 | Zig:22   | Noticed Bielah the pandemonium lord
351491 | Zig:22   | Noticed Icvunayke the pandemonium lord
351492 | Zig:22   | Killed Keguful the pandemonium lord
351492 | Zig:22   | Killed Icvunayke the pandemonium lord
351492 | Zig:22   | Killed Vetuosist the pandemonium lord
351492 | Zig:22   | Killed Bielah the pandemonium lord
351493 | Zig:22   | Noticed Lotaut the pandemonium lord
351493 | Zig:22   | Noticed Dinuted the pandemonium lord
351493 | Zig:22   | Noticed Daromi the pandemonium lord
351493 | Zig:22   | Killed Yxkif the pandemonium lord
351493 | Zig:22   | Killed Seon the pandemonium lord
351493 | Zig:22   | Killed Qoamaunk the pandemonium lord
351495 | Zig:22   | Noticed Diemois the pandemonium lord
351495 | Zig:22   | Noticed Gaynin the pandemonium lord
351495 | Zig:22   | Killed Qoshram the pandemonium lord
351495 | Zig:22   | Killed Lotaut the pandemonium lord
351496 | Zig:22   | Noticed Datozado the pandemonium lord
351496 | Zig:22   | Killed Daromi the pandemonium lord
351496 | Zig:22   | Killed Dinuted the pandemonium lord
351497 | Zig:22   | Noticed Keidgh Ataxt the pandemonium lord
351497 | Zig:22   | Noticed Ubiatemi the pandemonium lord
351498 | Zig:22   | Killed Datozado the pandemonium lord
351498 | Zig:22   | Killed Ubiatemi the pandemonium lord
351498 | Zig:22   | Killed Gaynin the pandemonium lord
351499 | Zig:22   | Noticed Denev the pandemonium lord
351499 | Zig:22   | Noticed Kufeimuh the pandemonium lord
351499 | Zig:22   | Killed Denev the pandemonium lord
351499 | Zig:22   | Killed Keidgh Ataxt the pandemonium lord
351499 | Zig:22   | Killed Mecru the pandemonium lord
351500 | Zig:22   | Noticed Unexaoro the pandemonium lord
351501 | Zig:22   | Killed Likyrafo the pandemonium lord
351501 | Zig:22   | Killed Diemois the pandemonium lord
351501 | Zig:22   | Killed Kufeimuh the pandemonium lord
351503 | Zig:22   | Noticed Qidym the pandemonium lord
351503 | Zig:22   | Killed Qidym the pandemonium lord
351504 | Zig:22   | Noticed Xiratui the pandemonium lord
351504 | Zig:22   | Killed Unexaoro the pandemonium lord
351505 | Zig:22   | Noticed Joink the pandemonium lord
351505 | Zig:22   | Killed Baqioreo the pandemonium lord
351507 | Zig:22   | Noticed Xyotwutz the pandemonium lord
351507 | Zig:22   | Noticed Zissemm the pandemonium lord
351507 | Zig:22   | Noticed Zyckigot the pandemonium lord
351507 | Zig:22   | Noticed Tochil the pandemonium lord
351508 | Zig:22   | Noticed Yngetepi the pandemonium lord
351509 | Zig:22   | Noticed Gifuda Gofu the pandemonium lord
351510 | Zig:22   | Noticed Xezol the pandemonium lord
351511 | Zig:22   | Killed Pobeza the pandemonium lord
351511 | Zig:22   | Killed Gifuda Gofu the pandemonium lord
351511 | Zig:22   | Killed Tochil the pandemonium lord
351514 | Zig:22   | Noticed Naor Yci the pandemonium lord
351514 | Zig:22   | Noticed Fodwoy the pandemonium lord
351514 | Zig:22   | Killed Xyotwutz the pandemonium lord
351514 | Zig:22   | Killed Zissemm the pandemonium lord
351514 | Zig:22   | Killed Xiratui the pandemonium lord
351514 | Zig:22   | Killed Naor Yci the pandemonium lord
351515 | Zig:22   | Noticed Batzil the pandemonium lord
351515 | Zig:22   | Killed Yngetepi the pandemonium lord
351516 | Zig:22   | Noticed Naof the pandemonium lord
351517 | Zig:22   | Killed Zyckigot the pandemonium lord
351518 | Zig:22   | Killed Fodwoy the pandemonium lord
351518 | Zig:22   | Killed Batzil the pandemonium lord
351518 | Zig:22   | Killed Joink the pandemonium lord
351520 | Zig:22   | Noticed Mithirphi the pandemonium lord
351521 | Zig:22   | Noticed Xesos the pandemonium lord
351523 | Zig:22   | Killed Xezol the pandemonium lord
351524 | Zig:22   | Noticed Boergh the pandemonium lord
351525 | Zig:22   | Noticed Peyduusa the pandemonium lord
351525 | Zig:22   | Noticed Hulupo Liwn the pandemonium lord
351525 | Zig:22   | Killed Xesos the pandemonium lord
351526 | Zig:22   | Noticed Musueheb the pandemonium lord
351527 | Zig:22   | Noticed Duxkaog the pandemonium lord
351527 | Zig:22   | Noticed Iskyadgh the pandemonium lord
351527 | Zig:22   | Killed Hulupo Liwn the pandemonium lord
351528 | Zig:22   | Noticed Zeqi the pandemonium lord
351528 | Zig:22   | Noticed Yczyk the pandemonium lord
351528 | Zig:22   | Noticed Wumaf the pandemonium lord
351529 | Zig:22   | Noticed Wempamp the pandemonium lord
351529 | Zig:22   | Killed Mithirphi the pandemonium lord
351530 | Zig:22   | Noticed Iplungak the pandemonium lord
351531 | Zig:22   | Noticed Gerama the pandemonium lord
351532 | Zig:22   | Noticed Nehuclea the pandemonium lord
351532 | Zig:22   | Noticed Nineed the pandemonium lord
351532 | Zig:22   | Killed Musueheb the pandemonium lord
351533 | Zig:22   | Noticed Egiutho the pandemonium lord
351533 | Zig:22   | Noticed Xama the pandemonium lord
351534 | Zig:22   | Noticed Etaguwul the pandemonium lord
351534 | Zig:22   | Noticed Qeje the pandemonium lord
351534 | Zig:22   | Noticed Meffoethy the pandemonium lord
351535 | Zig:22   | Noticed Ricagh the pandemonium lord
351535 | Zig:22   | Noticed Goatrah the pandemonium lord
351538 | Zig:22   | Killed Peyduusa the pandemonium lord
351538 | Zig:22   | Killed Naof the pandemonium lord
351540 | Zig:22   | Killed Duxkaog the pandemonium lord
351541 | Zig:22   | Noticed Hemaathuimyu the pandemonium lord
351542 | Zig:22   | Killed Iplungak the pandemonium lord
351542 | Zig:22   | Killed Boergh the pandemonium lord
351543 | Zig:22   | Noticed Alu Lino the pandemonium lord
351543 | Zig:22   | Killed Nineed the pandemonium lord
351555 | Zig:22   | Killed Wumaf the pandemonium lord
351555 | Zig:22   | Killed Wempamp the pandemonium lord
351556 | Zig:22   | Killed Etaguwul the pandemonium lord
351563 | Zig:22   | Killed Zeqi the pandemonium lord
351563 | Zig:22   | Killed Iskyadgh the pandemonium lord
351563 | Zig:22   | Killed Ricagh the pandemonium lord
351565 | Zig:22   | Killed Qeje the pandemonium lord
351566 | Zig:22   | Killed Nehuclea the pandemonium lord
351566 | Zig:22   | Killed Goatrah the pandemonium lord
351566 | Zig:22   | Killed Egiutho the pandemonium lord
351566 | Zig:22   | Killed Meffoethy the pandemonium lord
351573 | Zig:22   | Killed Gerama the pandemonium lord
351574 | Zig:22   | Killed Alu Lino the pandemonium lord
351576 | Zig:22   | Noticed Nyuwnuri the pandemonium lord
351576 | Zig:22   | Killed Hemaathuimyu the pandemonium lord
351576 | Zig:22   | Killed Yczyk the pandemonium lord
351577 | Zig:22   | Killed Xama the pandemonium lord
351578 | Zig:22   | Noticed Guonaqi the pandemonium lord
351580 | Zig:22   | Killed Guonaqi the pandemonium lord
351582 | Zig:22   | Killed Nyuwnuri the pandemonium lord
351583 | Zig:22   | Noticed Foecenut the pandemonium lord
351584 | Zig:22   | Killed Foecenut the pandemonium lord
351693 | Zig:22   | Got a slimy jade ring
351694 | Zig:22   | Identified the ring of the Morning {rF+ Str+2} (You found it on level 22 of a ziggurat)
351702 | Zig:22   | Got a pitted silver amulet
351703 | Zig:22   | Identified the amulet "Zoatit" {-Tele +Rage Int+3 Dex+7} (You found it on level 22 of a ziggurat)
351705 | Zig:22   | Identified the Disquisition on Dark Snow
351812 | Zig:23   | Entered Level 23 of a ziggurat
351880 | Zig:23   | Got a translucent lapis lazuli ring
351881 | Zig:23   | Identified the ring of Eternity {rC+ rN++ MR+ Int-4 Dex+5} (You found it on level 23 of a ziggurat)
351897 | Zig:23   | Got an ancient turquoise ring
351898 | Zig:23   | Identified the ring of Kedghocsaus {EV+3 Int+4 Slay+3} (You found it on level 23 of a ziggurat)
351904 | Zig:23   | Got an ancient marble ring
351905 | Zig:23   | Identified the ring of the Furies {rF+ MP+9} (You found it on level 23 of a ziggurat)
351909 | Zig:23   | Got a flickering lapis lazuli ring
351910 | Zig:23   | Identified the ring "Zatijiss" {MP+9 AC+3 Str+4 Slay+3} (You found it on level 23 of a ziggurat)
352027 | Zig:23   | Got a coiled zirconium amulet
352141 | Zig:24   | Entered Level 24 of a ziggurat
352141 | Zig:24   | Noticed an ancient lich
352141 | Zig:24   | Noticed an ancient lich
352141 | Zig:24   | Noticed an ancient lich
352141 | Zig:24   | Noticed an ancient lich
352141 | Zig:24   | Noticed an ancient lich
352141 | Zig:24   | Noticed an ancient lich
352141 | Zig:24   | Noticed an ancient lich
352141 | Zig:24   | Noticed an ancient lich
352142 | Zig:24   | Killed an ancient lich
352142 | Zig:24   | Killed an ancient lich
352142 | Zig:24   | Killed an ancient lich
352144 | Zig:24   | Noticed an ancient lich
352144 | Zig:24   | Killed an ancient lich
352144 | Zig:24   | Killed an ancient lich
352145 | Zig:24   | Noticed an ancient lich
352145 | Zig:24   | Noticed an ancient lich
352145 | Zig:24   | Killed an ancient lich
352146 | Zig:24   | Noticed an ancient lich
352146 | Zig:24   | Noticed an ancient lich
352146 | Zig:24   | Killed an ancient lich
352148 | Zig:24   | Noticed an ancient lich
352148 | Zig:24   | Noticed an ancient lich
352148 | Zig:24   | Noticed an ancient lich
352148 | Zig:24   | Killed an ancient lich
352149 | Zig:24   | Noticed an ancient lich
352149 | Zig:24   | Noticed an ancient lich
352149 | Zig:24   | Noticed an ancient lich
352150 | Zig:24   | Killed an ancient lich
352150 | Zig:24   | Killed an ancient lich
352150 | Zig:24   | Killed an ancient lich
352150 | Zig:24   | Killed an ancient lich
352150 | Zig:24   | Killed an ancient lich
352150 | Zig:24   | Killed an ancient lich
352150 | Zig:24   | Killed an ancient lich
352150 | Zig:24   | Killed an ancient lich
352151 | Zig:24   | Noticed an ancient lich
352151 | Zig:24   | Noticed an ancient lich
352151 | Zig:24   | Noticed an ancient lich
352152 | Zig:24   | Noticed an ancient lich
352152 | Zig:24   | Noticed an ancient lich
352153 | Zig:24   | Noticed an ancient lich
352154 | Zig:24   | Noticed an ancient lich
352154 | Zig:24   | Killed an ancient lich
352154 | Zig:24   | Killed an ancient lich
352155 | Zig:24   | Noticed an ancient lich
352155 | Zig:24   | Noticed an ancient lich
352155 | Zig:24   | Noticed an ancient lich
352155 | Zig:24   | Killed an ancient lich
352155 | Zig:24   | Killed an ancient lich
352156 | Zig:24   | Noticed an ancient lich
352156 | Zig:24   | Noticed an ancient lich
352156 | Zig:24   | Killed an ancient lich
352156 | Zig:24   | Killed an ancient lich
352156 | Zig:24   | Killed an ancient lich
352156 | Zig:24   | Noticed an ancient lich
352156 | Zig:24   | Noticed an ancient lich
352156 | Zig:24   | Noticed an ancient lich
352157 | Zig:24   | Noticed an ancient lich
352157 | Zig:24   | Noticed an ancient lich
352157 | Zig:24   | Noticed an ancient lich
352157 | Zig:24   | Killed an ancient lich
352157 | Zig:24   | Killed an ancient lich
352157 | Zig:24   | Killed an ancient lich
352157 | Zig:24   | Killed an ancient lich
352158 | Zig:24   | Noticed an ancient lich
352159 | Zig:24   | Noticed an ancient lich
352159 | Zig:24   | Noticed an ancient lich
352159 | Zig:24   | Noticed an ancient lich
352159 | Zig:24   | Noticed an ancient lich
352159 | Zig:24   | Noticed an ancient lich
352160 | Zig:24   | Killed an ancient lich
352160 | Zig:24   | Killed an ancient lich
352160 | Zig:24   | Killed an ancient lich
352160 | Zig:24   | Killed an ancient lich
352160 | Zig:24   | Killed an ancient lich
352160 | Zig:24   | Killed an ancient lich
352160 | Zig:24   | Killed an ancient lich
352160 | Zig:24   | Killed an ancient lich
352160 | Zig:24   | Killed an ancient lich
352160 | Zig:24   | Killed an ancient lich
352161 | Zig:24   | Noticed an ancient lich
352161 | Zig:24   | Noticed an ancient lich
352161 | Zig:24   | Killed an ancient lich
352161 | Zig:24   | Killed an ancient lich
352161 | Zig:24   | Killed an ancient lich
352161 | Zig:24   | Killed an ancient lich
352161 | Zig:24   | Killed an ancient lich
352161 | Zig:24   | Killed an ancient lich
352161 | Zig:24   | Killed an ancient lich
352162 | Zig:24   | Noticed an ancient lich
352162 | Zig:24   | Noticed an ancient lich
352162 | Zig:24   | Noticed an ancient lich
352162 | Zig:24   | Noticed an ancient lich
352164 | Zig:24   | Noticed an ancient lich
352165 | Zig:24   | Noticed an ancient lich
352165 | Zig:24   | Killed an ancient lich
352166 | Zig:24   | Noticed an ancient lich
352166 | Zig:24   | Noticed an ancient lich
352167 | Zig:24   | Noticed an ancient lich
352167 | Zig:24   | Noticed an ancient lich
352167 | Zig:24   | Noticed an ancient lich
352167 | Zig:24   | Killed an ancient lich
352167 | Zig:24   | Killed an ancient lich
352168 | Zig:24   | Noticed an ancient lich
352168 | Zig:24   | Noticed an ancient lich
352168 | Zig:24   | Noticed an ancient lich
352170 | Zig:24   | Killed an ancient lich
352170 | Zig:24   | Killed an ancient lich
352170 | Zig:24   | Killed an ancient lich
352170 | Zig:24   | Killed an ancient lich
352170 | Zig:24   | Killed an ancient lich
352171 | Zig:24   | Noticed an ancient lich
352173 | Zig:24   | Killed an ancient lich
352173 | Zig:24   | Killed an ancient lich
352174 | Zig:24   | Noticed an ancient lich
352174 | Zig:24   | Killed an ancient lich
352174 | Zig:24   | Killed an ancient lich
352174 | Zig:24   | Killed an ancient lich
352175 | Zig:24   | Noticed an ancient lich
352175 | Zig:24   | Killed an ancient lich
352175 | Zig:24   | Killed an ancient lich
352176 | Zig:24   | Noticed an ancient lich
352176 | Zig:24   | Noticed an ancient lich
352177 | Zig:24   | Noticed an ancient lich
352177 | Zig:24   | Noticed an ancient lich
352177 | Zig:24   | Killed an ancient lich
352178 | Zig:24   | Noticed an ancient lich
352178 | Zig:24   | Noticed an ancient lich
352179 | Zig:24   | Noticed an ancient lich
352179 | Zig:24   | Killed an ancient lich
352179 | Zig:24   | Killed an ancient lich
352179 | Zig:24   | Killed an ancient lich
352179 | Zig:24   | Killed an ancient lich
352179 | Zig:24   | Killed an ancient lich
352179 | Zig:24   | Killed an ancient lich
352179 | Zig:24   | Killed an ancient lich
352180 | Zig:24   | Noticed an ancient lich
352180 | Zig:24   | Noticed an ancient lich
352184 | Zig:24   | Noticed an ancient lich
352184 | Zig:24   | Noticed an ancient lich
352184 | Zig:24   | Killed an ancient lich
352185 | Zig:24   | Noticed an ancient lich
352185 | Zig:24   | Noticed an ancient lich
352185 | Zig:24   | Killed an ancient lich
352186 | Zig:24   | Noticed an ancient lich
352186 | Zig:24   | Noticed an ancient lich
352187 | Zig:24   | Noticed an ancient lich
352187 | Zig:24   | Killed an ancient lich
352188 | Zig:24   | Noticed an ancient lich
352188 | Zig:24   | Noticed an ancient lich
352189 | Zig:24   | Killed an ancient lich
352189 | Zig:24   | Killed an ancient lich
352189 | Zig:24   | Killed an ancient lich
352189 | Zig:24   | Killed an ancient lich
352189 | Zig:24   | Killed an ancient lich
352189 | Zig:24   | Killed an ancient lich
352189 | Zig:24   | Killed an ancient lich
352190 | Zig:24   | Noticed an ancient lich
352191 | Zig:24   | Noticed an ancient lich
352193 | Zig:24   | Killed an ancient lich
352195 | Zig:24   | Noticed an ancient lich
352195 | Zig:24   | Killed an ancient lich
352195 | Zig:24   | Killed an ancient lich
352195 | Zig:24   | Killed an ancient lich
352196 | Zig:24   | Noticed an ancient lich
352196 | Zig:24   | Killed an ancient lich
352202 | Zig:24   | Killed an ancient lich
352202 | Zig:24   | Killed an ancient lich
352218 | Zig:24   | Got a fine ivory amulet
352219 | Zig:24   | Identified the amulet "Kohaxt" {Harm *Drain *Slow Str-2 Dex+7} (You found it on level 24 of a ziggurat)
352430 | Zig:24   | Got a smoking lead amulet
352431 | Zig:24   | Identified the amulet "Opolorgh" {Harm *Drain *Slow rElec rF+++ Stlth+} (You found it on level 24 of a ziggurat)
352535 | Zig:25   | Entered Level 25 of a ziggurat
352755 | Zig:25   | Got a glittering pewter amulet
352756 | Zig:25   | Identified the amulet "Fakhlob" {Reflect rElec rN+ SH+2} (You found it on level 25 of a ziggurat)
352762 | Zig:25   | Identified the Grimoire of Intoxication and Curses
352793 | Zig:25   | Got a warped iron ring
352794 | Zig:25   | Identified the ring of Detom {-Tele MR+ EV+2 Dex+4 Stlth+} (You found it on level 25 of a ziggurat)
352892 | Zig:26   | Entered Level 26 of a ziggurat
352977 | Zig:26   | Identified the Volume of Enthralling Calling
352978 | Zig:26   | Identified Ixtoy's Compendium of Vitriolic Ice
352997 | Zig:26   | Identified the Collected Works on Supportive Envenoming
352999 | Zig:26   | Got a warped garnet amulet
353000 | Zig:26   | Identified the amulet "Guiva" {Faith rF+ MR+ Int-2 Slay+5} (You found it on level 26 of a ziggurat)
353195 | Zig:27   | Entered Level 27 of a ziggurat
353200 | Zig:27   | Noticed an ancient lich
353200 | Zig:27   | Noticed an ancient lich
353200 | Zig:27   | Noticed an ancient lich
353201 | Zig:27   | Noticed an ancient lich
353201 | Zig:27   | Noticed an ancient lich
353201 | Zig:27   | Noticed an ancient lich
353201 | Zig:27   | Noticed an ancient lich
353202 | Zig:27   | Noticed an ancient lich
353202 | Zig:27   | Noticed an ancient lich
353202 | Zig:27   | Noticed an ancient lich
353202 | Zig:27   | Noticed an ancient lich
353202 | Zig:27   | Noticed an ancient lich
353203 | Zig:27   | Noticed an ancient lich
353204 | Zig:27   | Noticed an ancient lich
353204 | Zig:27   | Noticed an ancient lich
353204 | Zig:27   | Noticed an ancient lich
353204 | Zig:27   | Noticed an ancient lich
353205 | Zig:27   | Killed an ancient lich
353205 | Zig:27   | Killed an ancient lich
353205 | Zig:27   | Killed an ancient lich
353205 | Zig:27   | Killed an ancient lich
353205 | Zig:27   | Killed an ancient lich
353205 | Zig:27   | Killed an ancient lich
353205 | Zig:27   | Killed an ancient lich
353206 | Zig:27   | Noticed an ancient lich
353206 | Zig:27   | Noticed an ancient lich
353206 | Zig:27   | Noticed an ancient lich
353206 | Zig:27   | Noticed an ancient lich
353206 | Zig:27   | Noticed an ancient lich
353206 | Zig:27   | Noticed an ancient lich
353206 | Zig:27   | Noticed an ancient lich
353206 | Zig:27   | Noticed an ancient lich
353206 | Zig:27   | Killed an ancient lich
353206 | Zig:27   | Killed an ancient lich
353206 | Zig:27   | Killed an ancient lich
353206 | Zig:27   | Killed an ancient lich
353206 | Zig:27   | Killed an ancient lich
353206 | Zig:27   | Killed an ancient lich
353206 | Zig:27   | Killed an ancient lich
353206 | Zig:27   | Killed an ancient lich
353206 | Zig:27   | Killed an ancient lich
353206 | Zig:27   | Killed an ancient lich
353207 | Zig:27   | Noticed an ancient lich
353207 | Zig:27   | Noticed an ancient lich
353207 | Zig:27   | Noticed an ancient lich
353207 | Zig:27   | Noticed an ancient lich
353207 | Zig:27   | Noticed an ancient lich
353207 | Zig:27   | Noticed an ancient lich
353207 | Zig:27   | Noticed an ancient lich
353208 | Zig:27   | Noticed an ancient lich
353208 | Zig:27   | Noticed an ancient lich
353208 | Zig:27   | Noticed an ancient lich
353208 | Zig:27   | Noticed an ancient lich
353208 | Zig:27   | Noticed an ancient lich
353208 | Zig:27   | Noticed an ancient lich
353208 | Zig:27   | Noticed an ancient lich
353208 | Zig:27   | Noticed an ancient lich
353208 | Zig:27   | Noticed an ancient lich
353208 | Zig:27   | Killed an ancient lich
353208 | Zig:27   | Killed an ancient lich
353208 | Zig:27   | Killed an ancient lich
353208 | Zig:27   | Killed an ancient lich
353209 | Zig:27   | Noticed an ancient lich
353209 | Zig:27   | Noticed an ancient lich
353209 | Zig:27   | Noticed an ancient lich
353209 | Zig:27   | Noticed an ancient lich
353209 | Zig:27   | Noticed an ancient lich
353209 | Zig:27   | Noticed an ancient lich
353209 | Zig:27   | Noticed an ancient lich
353209 | Zig:27   | Noticed an ancient lich
353209 | Zig:27   | Noticed an ancient lich
353210 | Zig:27   | Noticed an ancient lich
353210 | Zig:27   | Noticed an ancient lich
353210 | Zig:27   | Noticed an ancient lich
353210 | Zig:27   | Noticed an ancient lich
353210 | Zig:27   | Noticed an ancient lich
353210 | Zig:27   | Noticed an ancient lich
353210 | Zig:27   | Noticed an ancient lich
353210 | Zig:27   | Noticed an ancient lich
353211 | Zig:27   | Noticed an ancient lich
353211 | Zig:27   | Noticed an ancient lich
353211 | Zig:27   | Noticed an ancient lich
353211 | Zig:27   | Noticed an ancient lich
353211 | Zig:27   | Killed an ancient lich
353211 | Zig:27   | Killed an ancient lich
353211 | Zig:27   | Killed an ancient lich
353211 | Zig:27   | Killed an ancient lich
353211 | Zig:27   | Killed an ancient lich
353211 | Zig:27   | Killed an ancient lich
353211 | Zig:27   | Killed an ancient lich
353211 | Zig:27   | Killed an ancient lich
353211 | Zig:27   | Killed an ancient lich
353211 | Zig:27   | Killed an ancient lich
353211 | Zig:27   | Killed an ancient lich
353211 | Zig:27   | Killed an ancient lich
353211 | Zig:27   | Killed an ancient lich
353211 | Zig:27   | Killed an ancient lich
353211 | Zig:27   | Killed an ancient lich
353211 | Zig:27   | Killed an ancient lich
353211 | Zig:27   | Killed an ancient lich
353211 | Zig:27   | Killed an ancient lich
353211 | Zig:27   | Killed an ancient lich
353211 | Zig:27   | Killed an ancient lich
353212 | Zig:27   | Noticed an ancient lich
353212 | Zig:27   | Noticed an ancient lich
353212 | Zig:27   | Noticed an ancient lich
353212 | Zig:27   | Noticed an ancient lich
353212 | Zig:27   | Noticed an ancient lich
353212 | Zig:27   | Noticed an ancient lich
353212 | Zig:27   | Noticed an ancient lich
353212 | Zig:27   | Noticed an ancient lich
353212 | Zig:27   | Noticed an ancient lich
353213 | Zig:27   | Noticed an ancient lich
353213 | Zig:27   | Killed an ancient lich
353213 | Zig:27   | Killed an ancient lich
353213 | Zig:27   | Killed an ancient lich
353213 | Zig:27   | Killed an ancient lich
353213 | Zig:27   | Killed an ancient lich
353213 | Zig:27   | Killed an ancient lich
353213 | Zig:27   | Killed an ancient lich
353213 | Zig:27   | Killed an ancient lich
353213 | Zig:27   | Killed an ancient lich
353213 | Zig:27   | Killed an ancient lich
353213 | Zig:27   | Killed an ancient lich
353213 | Zig:27   | Killed an ancient lich
353213 | Zig:27   | Killed an ancient lich
353213 | Zig:27   | Killed an ancient lich
353213 | Zig:27   | Killed an ancient lich
353213 | Zig:27   | Killed an ancient lich
353213 | Zig:27   | Killed an ancient lich
353213 | Zig:27   | Killed an ancient lich
353213 | Zig:27   | Killed an ancient lich
353213 | Zig:27   | Killed an ancient lich
353213 | Zig:27   | Killed an ancient lich
353213 | Zig:27   | Killed an ancient lich
353213 | Zig:27   | Killed an ancient lich
353213 | Zig:27   | Killed an ancient lich
353214 | Zig:27   | Noticed an ancient lich
353214 | Zig:27   | Noticed an ancient lich
353214 | Zig:27   | Noticed an ancient lich
353214 | Zig:27   | Noticed an ancient lich
353214 | Zig:27   | Noticed an ancient lich
353214 | Zig:27   | Noticed an ancient lich
353214 | Zig:27   | Noticed an ancient lich
353214 | Zig:27   | Noticed an ancient lich
353214 | Zig:27   | Noticed an ancient lich
353215 | Zig:27   | Noticed an ancient lich
353215 | Zig:27   | Noticed an ancient lich
353215 | Zig:27   | Noticed an ancient lich
353215 | Zig:27   | Noticed an ancient lich
353215 | Zig:27   | Noticed an ancient lich
353215 | Zig:27   | Noticed an ancient lich
353216 | Zig:27   | Noticed an ancient lich
353217 | Zig:27   | Noticed an ancient lich
353217 | Zig:27   | Noticed an ancient lich
353217 | Zig:27   | Noticed an ancient lich
353217 | Zig:27   | Killed an ancient lich
353217 | Zig:27   | Killed an ancient lich
353217 | Zig:27   | Killed an ancient lich
353217 | Zig:27   | Killed an ancient lich
353217 | Zig:27   | Killed an ancient lich
353217 | Zig:27   | Killed an ancient lich
353217 | Zig:27   | Killed an ancient lich
353217 | Zig:27   | Killed an ancient lich
353217 | Zig:27   | Killed an ancient lich
353217 | Zig:27   | Killed an ancient lich
353217 | Zig:27   | Killed an ancient lich
353217 | Zig:27   | Killed an ancient lich
353217 | Zig:27   | Killed an ancient lich
353217 | Zig:27   | Killed an ancient lich
353217 | Zig:27   | Killed an ancient lich
353217 | Zig:27   | Killed an ancient lich
353218 | Zig:27   | Noticed an ancient lich
353218 | Zig:27   | Noticed an ancient lich
353218 | Zig:27   | Noticed an ancient lich
353218 | Zig:27   | Noticed an ancient lich
353218 | Zig:27   | Noticed an ancient lich
353218 | Zig:27   | Noticed an ancient lich
353218 | Zig:27   | Noticed an ancient lich
353218 | Zig:27   | Noticed an ancient lich
353218 | Zig:27   | Noticed an ancient lich
353218 | Zig:27   | Noticed an ancient lich
353218 | Zig:27   | Noticed an ancient lich
353218 | Zig:27   | Killed an ancient lich
353218 | Zig:27   | Killed an ancient lich
353218 | Zig:27   | Noticed an ancient lich
353219 | Zig:27   | Noticed an ancient lich
353219 | Zig:27   | Noticed an ancient lich
353219 | Zig:27   | Noticed an ancient lich
353219 | Zig:27   | Noticed an ancient lich
353219 | Zig:27   | Noticed an ancient lich
353219 | Zig:27   | Noticed an ancient lich
353219 | Zig:27   | Noticed an ancient lich
353219 | Zig:27   | Killed an ancient lich
353219 | Zig:27   | Killed an ancient lich
353219 | Zig:27   | Killed an ancient lich
353220 | Zig:27   | Noticed an ancient lich
353220 | Zig:27   | Noticed an ancient lich
353220 | Zig:27   | Killed an ancient lich
353220 | Zig:27   | Killed an ancient lich
353220 | Zig:27   | Killed an ancient lich
353220 | Zig:27   | Killed an ancient lich
353220 | Zig:27   | Killed an ancient lich
353221 | Zig:27   | Noticed an ancient lich
353221 | Zig:27   | Noticed an ancient lich
353221 | Zig:27   | Noticed an ancient lich
353221 | Zig:27   | Noticed an ancient lich
353221 | Zig:27   | Noticed an ancient lich
353221 | Zig:27   | Noticed an ancient lich
353221 | Zig:27   | Noticed an ancient lich
353221 | Zig:27   | Noticed an ancient lich
353221 | Zig:27   | Noticed an ancient lich
353221 | Zig:27   | Noticed an ancient lich
353221 | Zig:27   | Killed an ancient lich
353221 | Zig:27   | Killed an ancient lich
353221 | Zig:27   | Killed an ancient lich
353221 | Zig:27   | Killed an ancient lich
353221 | Zig:27   | Killed an ancient lich
353221 | Zig:27   | Killed an ancient lich
353221 | Zig:27   | Killed an ancient lich
353221 | Zig:27   | Killed an ancient lich
353221 | Zig:27   | Killed an ancient lich
353221 | Zig:27   | Killed an ancient lich
353221 | Zig:27   | Killed an ancient lich
353222 | Zig:27   | Noticed an ancient lich
353222 | Zig:27   | Noticed an ancient lich
353222 | Zig:27   | Noticed an ancient lich
353222 | Zig:27   | Noticed an ancient lich
353222 | Zig:27   | Noticed an ancient lich
353222 | Zig:27   | Noticed an ancient lich
353222 | Zig:27   | Noticed an ancient lich
353222 | Zig:27   | Noticed an ancient lich
353222 | Zig:27   | Noticed an ancient lich
353222 | Zig:27   | Killed an ancient lich
353223 | Zig:27   | Noticed an ancient lich
353223 | Zig:27   | Noticed an ancient lich
353224 | Zig:27   | Noticed an ancient lich
353224 | Zig:27   | Noticed an ancient lich
353224 | Zig:27   | Noticed an ancient lich
353224 | Zig:27   | Noticed an ancient lich
353227 | Zig:27   | Noticed an ancient lich
353227 | Zig:27   | Killed an ancient lich
353227 | Zig:27   | Killed an ancient lich
353227 | Zig:27   | Killed an ancient lich
353228 | Zig:27   | Noticed an ancient lich
353228 | Zig:27   | Killed an ancient lich
353228 | Zig:27   | Killed an ancient lich
353228 | Zig:27   | Killed an ancient lich
353228 | Zig:27   | Killed an ancient lich
353228 | Zig:27   | Killed an ancient lich
353228 | Zig:27   | Killed an ancient lich
353228 | Zig:27   | Killed an ancient lich
353228 | Zig:27   | Killed an ancient lich
353228 | Zig:27   | Killed an ancient lich
353228 | Zig:27   | Killed an ancient lich
353228 | Zig:27   | Killed an ancient lich
353228 | Zig:27   | Killed an ancient lich
353228 | Zig:27   | Killed an ancient lich
353228 | Zig:27   | Killed an ancient lich
353228 | Zig:27   | Killed an ancient lich
353228 | Zig:27   | Killed an ancient lich
353228 | Zig:27   | Killed an ancient lich
353229 | Zig:27   | Noticed an ancient lich
353229 | Zig:27   | Noticed an ancient lich
353229 | Zig:27   | Noticed an ancient lich
353229 | Zig:27   | Noticed an ancient lich
353229 | Zig:27   | Noticed an ancient lich
353229 | Zig:27   | Noticed an ancient lich
353229 | Zig:27   | Killed an ancient lich
353229 | Zig:27   | Killed an ancient lich
353229 | Zig:27   | Killed an ancient lich
353229 | Zig:27   | Killed an ancient lich
353229 | Zig:27   | Killed an ancient lich
353229 | Zig:27   | Killed an ancient lich
353229 | Zig:27   | Killed an ancient lich
353229 | Zig:27   | Killed an ancient lich
353229 | Zig:27   | Killed an ancient lich
353229 | Zig:27   | Killed an ancient lich
353229 | Zig:27   | Killed an ancient lich
353230 | Zig:27   | Noticed an ancient lich
353230 | Zig:27   | Noticed an ancient lich
353230 | Zig:27   | Noticed an ancient lich
353230 | Zig:27   | Noticed an ancient lich
353230 | Zig:27   | Killed an ancient lich
353230 | Zig:27   | Killed an ancient lich
353230 | Zig:27   | Killed an ancient lich
353230 | Zig:27   | Killed an ancient lich
353231 | Zig:27   | Noticed an ancient lich
353231 | Zig:27   | Noticed an ancient lich
353231 | Zig:27   | Noticed an ancient lich
353231 | Zig:27   | Noticed an ancient lich
353231 | Zig:27   | Noticed an ancient lich
353231 | Zig:27   | Noticed an ancient lich
353231 | Zig:27   | Noticed an ancient lich
353231 | Zig:27   | Noticed an ancient lich
353232 | Zig:27   | Noticed an ancient lich
353232 | Zig:27   | Noticed an ancient lich
353232 | Zig:27   | Noticed an ancient lich
353232 | Zig:27   | Noticed an ancient lich
353232 | Zig:27   | Noticed an ancient lich
353232 | Zig:27   | Noticed an ancient lich
353232 | Zig:27   | Noticed an ancient lich
353232 | Zig:27   | Noticed an ancient lich
353232 | Zig:27   | Noticed an ancient lich
353232 | Zig:27   | Killed an ancient lich
353232 | Zig:27   | Killed an ancient lich
353233 | Zig:27   | Noticed an ancient lich
353233 | Zig:27   | Noticed an ancient lich
353233 | Zig:27   | Noticed an ancient lich
353233 | Zig:27   | Noticed an ancient lich
353234 | Zig:27   | Noticed an ancient lich
353235 | Zig:27   | Noticed an ancient lich
353235 | Zig:27   | Killed an ancient lich
353235 | Zig:27   | Killed an ancient lich
353235 | Zig:27   | Killed an ancient lich
353235 | Zig:27   | Killed an ancient lich
353235 | Zig:27   | Killed an ancient lich
353235 | Zig:27   | Killed an ancient lich
353235 | Zig:27   | Killed an ancient lich
353235 | Zig:27   | Killed an ancient lich
353235 | Zig:27   | Killed an ancient lich
353235 | Zig:27   | Killed an ancient lich
353235 | Zig:27   | Killed an ancient lich
353235 | Zig:27   | Killed an ancient lich
353235 | Zig:27   | Killed an ancient lich
353235 | Zig:27   | Killed an ancient lich
353235 | Zig:27   | Killed an ancient lich
353235 | Zig:27   | Killed an ancient lich
353235 | Zig:27   | Killed an ancient lich
353235 | Zig:27   | Killed an ancient lich
353235 | Zig:27   | Killed an ancient lich
353236 | Zig:27   | Noticed an ancient lich
353236 | Zig:27   | Noticed an ancient lich
353237 | Zig:27   | Noticed an ancient lich
353237 | Zig:27   | Noticed an ancient lich
353237 | Zig:27   | Noticed an ancient lich
353237 | Zig:27   | Killed an ancient lich
353238 | Zig:27   | Noticed an ancient lich
353238 | Zig:27   | Noticed an ancient lich
353238 | Zig:27   | Noticed an ancient lich
353238 | Zig:27   | Killed an ancient lich
353238 | Zig:27   | Killed an ancient lich
353238 | Zig:27   | Killed an ancient lich
353238 | Zig:27   | Killed an ancient lich
353239 | Zig:27   | Noticed an ancient lich
353239 | Zig:27   | Noticed an ancient lich
353239 | Zig:27   | Killed an ancient lich
353239 | Zig:27   | Killed an ancient lich
353240 | Zig:27   | Killed an ancient lich
353240 | Zig:27   | Killed an ancient lich
353240 | Zig:27   | Killed an ancient lich
353241 | Zig:27   | Killed an ancient lich
353241 | Zig:27   | Killed an ancient lich
353241 | Zig:27   | Killed an ancient lich
353241 | Zig:27   | Killed an ancient lich
353241 | Zig:27   | Killed an ancient lich
353241 | Zig:27   | Killed an ancient lich
353242 | Zig:27   | Noticed an ancient lich
353242 | Zig:27   | Noticed an ancient lich
353242 | Zig:27   | Killed an ancient lich
353242 | Zig:27   | Killed an ancient lich
353242 | Zig:27   | Killed an ancient lich
353243 | Zig:27   | Noticed an ancient lich
353243 | Zig:27   | Noticed an ancient lich
353244 | Zig:27   | Noticed an ancient lich
353244 | Zig:27   | Noticed an ancient lich
353245 | Zig:27   | Killed an ancient lich
353245 | Zig:27   | Killed an ancient lich
353245 | Zig:27   | Killed an ancient lich
353245 | Zig:27   | Killed an ancient lich
353246 | Zig:27   | Noticed an ancient lich
353247 | Zig:27   | Noticed an ancient lich
353247 | Zig:27   | Killed an ancient lich
353248 | Zig:27   | Killed an ancient lich
353248 | Zig:27   | Killed an ancient lich
353248 | Zig:27   | Killed an ancient lich
353249 | Zig:27   | Noticed an ancient lich
353251 | Zig:27   | Killed an ancient lich
353252 | Zig:27   | Killed an ancient lich
353254 | Zig:27   | Noticed an ancient lich
353255 | Zig:27   | Noticed an ancient lich
353256 | Zig:27   | Killed an ancient lich
353256 | Zig:27   | Killed an ancient lich
353256 | Zig:27   | Killed an ancient lich
353258 | Zig:27   | Killed an ancient lich
353259 | Zig:27   | Killed an ancient lich
353262 | Zig:27   | Noticed an ancient lich
353265 | Zig:27   | Killed an ancient lich
353293 | Zig:27   | Identified Lee's Incunabulum of Arcane Weapons and the Mountains
353297 | Zig:27   | Got a warped bronze amulet
353298 | Zig:27   | Identified the amulet "Hege" {Faith Int+6} (You found it on level 27 of a ziggurat)
353302 | Zig:27   | Identified the Tome of Hurtful Summoning
353305 | Zig:27   | Identified Sif Muna's Handbook of Lightness
353330 | Zig:27   | Got a vibrating graven amulet
353331 | Zig:27   | Identified the amulet "Nukoybig" {Inacc +Fly rPois rF++ rC-} (You found it on level 27 of a ziggurat)
353338 | Zig:27   | Identified Bobbah's Tome of Enhancements and Bewitchment
353344 | Zig:27   | Got a serpentine glass ring
353345 | Zig:27   | Identified the ring "Pawexzae" {rPois rC+} (You found it on level 27 of a ziggurat)
353598 | Depths:2 | Identified the +0 pair of boots of the Shining Light {rElec rF- rN+ rCorr} (You acquired it on level 2 of the Depths)
353599 | Depths:2 | Identified the +1 hat "Maph" {rF+ Regen+} (You acquired it on level 2 of the Depths)
353669 | Zig:1    | Entered Level 1 of a ziggurat
353708 | Zig:2    | Entered Level 2 of a ziggurat
353782 | Zig:3    | Entered Level 3 of a ziggurat
353850 | Zig:4    | Entered Level 4 of a ziggurat
353850 | Zig:4    | Noticed Issum the pandemonium lord
353850 | Zig:4    | Noticed Suneg the pandemonium lord
353850 | Zig:4    | Noticed Loesaag the pandemonium lord
353850 | Zig:4    | Noticed Nicwasaab the pandemonium lord
353850 | Zig:4    | Noticed Itep the pandemonium lord
353850 | Zig:4    | Noticed Ipur the pandemonium lord
353850 | Zig:4    | Noticed Heufiw the pandemonium lord
353850 | Zig:4    | Noticed Zytsiem the pandemonium lord
353850 | Zig:4    | Noticed Doihyex the pandemonium lord
353850 | Zig:4    | Noticed Ihunkud the pandemonium lord
353850 | Zig:4    | Noticed Qojuiha the pandemonium lord
353850 | Zig:4    | Noticed Owkyehot the pandemonium lord
353850 | Zig:4    | Noticed Joysuicu the pandemonium lord
353850 | Zig:4    | Noticed Dioqaticw the pandemonium lord
353850 | Zig:4    | Noticed Fiept the pandemonium lord
353850 | Zig:4    | Noticed Viufaots the pandemonium lord
353850 | Zig:4    | Noticed Faqaazxiomn the pandemonium lord
353850 | Zig:4    | Noticed Mymeugh the pandemonium lord
353850 | Zig:4    | Noticed Weiluomm the pandemonium lord
353850 | Zig:4    | Noticed Daunnereo the pandemonium lord
353850 | Zig:4    | Noticed Duiskisi the pandemonium lord
353850 | Zig:4    | Noticed Syes the pandemonium lord
353850 | Zig:4    | Noticed Mich the pandemonium lord
353850 | Zig:4    | Noticed Hatwet the pandemonium lord
353850 | Zig:4    | Noticed Daatetse the pandemonium lord
353851 | Zig:4    | Noticed Udivoxoo the pandemonium lord
353851 | Zig:4    | Noticed Udesue the pandemonium lord
353852 | Zig:4    | Noticed Wemiabe the pandemonium lord
353852 | Zig:4    | Noticed Uquaczoz the pandemonium lord
353852 | Zig:4    | Noticed Feiryej the pandemonium lord
353852 | Zig:4    | Killed Qojuiha the pandemonium lord
353853 | Zig:4    | Killed Joysuicu the pandemonium lord
353854 | Zig:4    | Noticed Konyro the pandemonium lord
353854 | Zig:4    | Killed Issum the pandemonium lord
353854 | Zig:4    | Killed Mich the pandemonium lord
353854 | Zig:4    | Killed Heufiw the pandemonium lord
353854 | Zig:4    | Killed Mymeugh the pandemonium lord
353854 | Zig:4    | Killed Faqaazxiomn the pandemonium lord
353854 | Zig:4    | Killed Itep the pandemonium lord
353854 | Zig:4    | Killed Duiskisi the pandemonium lord
353855 | Zig:4    | Noticed Mojetow the pandemonium lord
353855 | Zig:4    | Noticed Qyop the pandemonium lord
353855 | Zig:4    | Killed Udesue the pandemonium lord
353855 | Zig:4    | Killed Daatetse the pandemonium lord
353855 | Zig:4    | Killed Konyro the pandemonium lord
353855 | Zig:4    | Killed Hoggov the pandemonium lord
353855 | Zig:4    | Killed Daunnereo the pandemonium lord
353855 | Zig:4    | Killed Owkyehot the pandemonium lord
353855 | Zig:4    | Killed Weiluomm the pandemonium lord
353856 | Zig:4    | Noticed Diolleb the pandemonium lord
353856 | Zig:4    | Noticed Xuof the pandemonium lord
353856 | Zig:4    | Killed Suneg the pandemonium lord
353856 | Zig:4    | Killed Hatwet the pandemonium lord
353856 | Zig:4    | Killed Dioqaticw the pandemonium lord
353857 | Zig:4    | Noticed Fiudous the pandemonium lord
353858 | Zig:4    | Noticed Bymel the pandemonium lord
353858 | Zig:4    | Noticed Ockofuff the pandemonium lord
353860 | Zig:4    | Killed Uquaczoz the pandemonium lord
353860 | Zig:4    | Killed Ipur the pandemonium lord
353860 | Zig:4    | Killed Loesaag the pandemonium lord
353860 | Zig:4    | Killed Udivoxoo the pandemonium lord
353863 | Zig:4    | Killed Feiryej the pandemonium lord
353863 | Zig:4    | Killed Fiudous the pandemonium lord
353863 | Zig:4    | Killed Fiept the pandemonium lord
353863 | Zig:4    | Killed Ockofuff the pandemonium lord
353863 | Zig:4    | Killed Ihunkud the pandemonium lord
353863 | Zig:4    | Killed Qyop the pandemonium lord
353864 | Zig:4    | Killed Doihyex the pandemonium lord
353864 | Zig:4    | Killed Zytsiem the pandemonium lord
353864 | Zig:4    | Killed Nicwasaab the pandemonium lord
353867 | Zig:4    | Noticed Wodarol the pandemonium lord
353868 | Zig:4    | Noticed Ychuah the pandemonium lord
353868 | Zig:4    | Killed Syes the pandemonium lord
353868 | Zig:4    | Killed Wemiabe the pandemonium lord
353869 | Zig:4    | Noticed Laosh the pandemonium lord
353869 | Zig:4    | Killed Viufaots the pandemonium lord
353869 | Zig:4    | Killed Diolleb the pandemonium lord
353870 | Zig:4    | Noticed Kuporaek the pandemonium lord
353870 | Zig:4    | Killed Xuof the pandemonium lord
353871 | Zig:4    | Killed Ychuah the pandemonium lord
353873 | Zig:4    | Killed Bymel the pandemonium lord
353876 | Zig:4    | Killed Laosh the pandemonium lord
353878 | Zig:4    | Killed Wodarol the pandemonium lord
353882 | Zig:4    | Killed Kuporaek the pandemonium lord
353884 | Zig:4    | Killed Mojetow the pandemonium lord
353953 | Zig:5    | Entered Level 5 of a ziggurat
353953 | Zig:5    | Noticed an ancient lich
353953 | Zig:5    | Noticed an ancient lich
353953 | Zig:5    | Noticed an ancient lich
353953 | Zig:5    | Noticed an ancient lich
353953 | Zig:5    | Noticed an ancient lich
353953 | Zig:5    | Noticed an ancient lich
353953 | Zig:5    | Noticed an ancient lich
353953 | Zig:5    | Noticed an ancient lich
353954 | Zig:5    | Killed an ancient lich
353954 | Zig:5    | Killed an ancient lich
353954 | Zig:5    | Killed an ancient lich
353955 | Zig:5    | Noticed an ancient lich
353956 | Zig:5    | Noticed an ancient lich
353957 | Zig:5    | Killed an ancient lich
353957 | Zig:5    | Killed an ancient lich
353958 | Zig:5    | Killed an ancient lich
353958 | Zig:5    | Killed an ancient lich
353958 | Zig:5    | Killed an ancient lich
353958 | Zig:5    | Killed an ancient lich
353959 | Zig:5    | Noticed an ancient lich
353959 | Zig:5    | Noticed an ancient lich
353959 | Zig:5    | Killed an ancient lich
353960 | Zig:5    | Noticed an ancient lich
353960 | Zig:5    | Noticed an ancient lich
353961 | Zig:5    | Noticed an ancient lich
353963 | Zig:5    | Noticed an ancient lich
353964 | Zig:5    | Killed an ancient lich
353964 | Zig:5    | Killed an ancient lich
353964 | Zig:5    | Killed an ancient lich
353964 | Zig:5    | Killed an ancient lich
353964 | Zig:5    | Killed an ancient lich
353964 | Zig:5    | Killed an ancient lich
354065 | Zig:6    | Entered Level 6 of a ziggurat
354065 | Zig:6    | Noticed an ancient lich
354065 | Zig:6    | Noticed an ancient lich
354066 | Zig:6    | Killed an ancient lich
354068 | Zig:6    | Noticed an ancient lich
354068 | Zig:6    | Killed an ancient lich
354069 | Zig:6    | Noticed an ancient lich
354069 | Zig:6    | Noticed an ancient lich
354071 | Zig:6    | Noticed an ancient lich
354071 | Zig:6    | Noticed an ancient lich
354071 | Zig:6    | Killed an ancient lich
354071 | Zig:6    | Killed an ancient lich
354071 | Zig:6    | Killed an ancient lich
354073 | Zig:6    | Noticed an ancient lich
354073 | Zig:6    | Killed an ancient lich
354075 | Zig:6    | Killed an ancient lich
354075 | Zig:6    | Killed an ancient lich
354180 | Zig:6    | Identified the Almanac of the Vitriolic Blaze
354188 | Zig:7    | Entered Level 7 of a ziggurat
354211 | Zig:7    | Got a faintly glowing tin ring
354213 | Zig:7    | Identified the ring "Lek Icugh" {Dex+2 Stlth-} (You found it on level 7 of a ziggurat)
354334 | Zig:8    | Entered Level 8 of a ziggurat
354334 | Zig:8    | Noticed Irchig Rasene the pandemonium lord
354334 | Zig:8    | Noticed Idwataji the pandemonium lord
354334 | Zig:8    | Noticed Pixzavui the pandemonium lord
354334 | Zig:8    | Noticed Ytosk the pandemonium lord
354334 | Zig:8    | Noticed Musyps the pandemonium lord
354334 | Zig:8    | Noticed Eluq the pandemonium lord
354334 | Zig:8    | Noticed Cakil the pandemonium lord
354334 | Zig:8    | Noticed Kilicat the pandemonium lord
354334 | Zig:8    | Noticed Vis Pyec the pandemonium lord
354334 | Zig:8    | Noticed Foyniheasch the pandemonium lord
354334 | Zig:8    | Noticed Jablulog the pandemonium lord
354334 | Zig:8    | Noticed Egahaila the pandemonium lord
354334 | Zig:8    | Noticed Dummyck the pandemonium lord
354334 | Zig:8    | Noticed Ugyudoenly the pandemonium lord
354334 | Zig:8    | Noticed Roujoso the pandemonium lord
354334 | Zig:8    | Noticed Dynug the pandemonium lord
354334 | Zig:8    | Noticed Darot the pandemonium lord
354334 | Zig:8    | Noticed Wentoocevu the pandemonium lord
354334 | Zig:8    | Noticed Ompuwk the pandemonium lord
354334 | Zig:8    | Noticed Kenaim the pandemonium lord
354334 | Zig:8    | Noticed Qacurrang the pandemonium lord
354334 | Zig:8    | Noticed Hiluong the pandemonium lord
354334 | Zig:8    | Noticed Qyilaschi the pandemonium lord
354334 | Zig:8    | Noticed Neutza the pandemonium lord
354334 | Zig:8    | Noticed Riyti the pandemonium lord
354334 | Zig:8    | Noticed Uqusmue the pandemonium lord
354334 | Zig:8    | Noticed Orchez the pandemonium lord
354334 | Zig:8    | Noticed Aroap the pandemonium lord
354334 | Zig:8    | Noticed Notwudiu the pandemonium lord
354334 | Zig:8    | Noticed Fiulale the pandemonium lord
354334 | Zig:8    | Noticed Anuoshruy the pandemonium lord
354334 | Zig:8    | Noticed Dazxat the pandemonium lord
354334 | Zig:8    | Noticed Unadotuy the pandemonium lord
354334 | Zig:8    | Noticed Woagaddu the pandemonium lord
354334 | Zig:8    | Noticed Myezuyfi the pandemonium lord
354334 | Zig:8    | Noticed Tenarchyu the pandemonium lord
354336 | Zig:8    | Noticed Tutreck the pandemonium lord
354336 | Zig:8    | Noticed Agugakk the pandemonium lord
354337 | Zig:8    | Noticed Piant the pandemonium lord
354337 | Zig:8    | Noticed Baca the pandemonium lord
354337 | Zig:8    | Killed Ompuwk the pandemonium lord
354337 | Zig:8    | Killed Vis Pyec the pandemonium lord
354337 | Zig:8    | Noticed Boridgh the pandemonium lord
354338 | Zig:8    | Noticed Zoelikko the pandemonium lord
354338 | Zig:8    | Killed Aroap the pandemonium lord
354338 | Zig:8    | Killed Woagaddu the pandemonium lord
354339 | Zig:8    | Noticed Jokomixe the pandemonium lord
354339 | Zig:8    | Noticed Sichusch the pandemonium lord
354339 | Zig:8    | Noticed Robyrig the pandemonium lord
354339 | Zig:8    | Killed Hiluong the pandemonium lord
354339 | Zig:8    | Killed Qyilaschi the pandemonium lord
354339 | Zig:8    | Killed Kilicat the pandemonium lord
354340 | Zig:8    | Noticed Dailai the pandemonium lord
354340 | Zig:8    | Killed Orchez the pandemonium lord
354340 | Zig:8    | Killed Kenaim the pandemonium lord
354340 | Zig:8    | Killed Ugyudoenly the pandemonium lord
354340 | Zig:8    | Killed Tutreck the pandemonium lord
354341 | Zig:8    | Noticed Merhegoope the pandemonium lord
354341 | Zig:8    | Noticed Bofus the pandemonium lord
354341 | Zig:8    | Killed Jablulog the pandemonium lord
354341 | Zig:8    | Killed Neutza the pandemonium lord
354341 | Zig:8    | Killed Fiulale the pandemonium lord
354341 | Zig:8    | Killed Wentoocevu the pandemonium lord
354341 | Zig:8    | Killed Irchig Rasene the pandemonium lord
354342 | Zig:8    | Noticed Miudghyr the pandemonium lord
354342 | Zig:8    | Noticed Hifi Byig the pandemonium lord
354342 | Zig:8    | Killed Darot the pandemonium lord
354343 | Zig:8    | Noticed Geanliel the pandemonium lord
354344 | Zig:8    | Noticed Foso the pandemonium lord
354344 | Zig:8    | Killed Qacurrang the pandemonium lord
354346 | Zig:8    | Noticed Idin the pandemonium lord
354346 | Zig:8    | Noticed Itoxebas the pandemonium lord
354346 | Zig:8    | Noticed Romemifo the pandemonium lord
354347 | Zig:8    | Killed Idwataji the pandemonium lord
354347 | Zig:8    | Killed Pixzavui the pandemonium lord
354347 | Zig:8    | Killed Uqusmue the pandemonium lord
354347 | Zig:8    | Killed Dummyck the pandemonium lord
354347 | Zig:8    | Killed Dynug the pandemonium lord
354347 | Zig:8    | Killed Tenarchyu the pandemonium lord
354347 | Zig:8    | Killed Idin the pandemonium lord
354347 | Zig:8    | Killed Ytosk the pandemonium lord
354347 | Zig:8    | Killed Myezuyfi the pandemonium lord
354349 | Zig:8    | Noticed Dereakk the pandemonium lord
354350 | Zig:8    | Killed Anuoshruy the pandemonium lord
354350 | Zig:8    | Killed Baca the pandemonium lord
354350 | Zig:8    | Killed Zoelikko the pandemonium lord
354350 | Zig:8    | Killed Itoxebas the pandemonium lord
354350 | Zig:8    | Killed Egahaila the pandemonium lord
354351 | Zig:8    | Killed Unadotuy the pandemonium lord
354351 | Zig:8    | Killed Notwudiu the pandemonium lord
354351 | Zig:8    | Killed Robyrig the pandemonium lord
354353 | Zig:8    | Killed Eluq the pandemonium lord
354354 | Zig:8    | Killed Cakil the pandemonium lord
354354 | Zig:8    | Killed Merhegoope the pandemonium lord
354354 | Zig:8    | Killed Foso the pandemonium lord
354354 | Zig:8    | Killed Dailai the pandemonium lord
354354 | Zig:8    | Killed Musyps the pandemonium lord
354356 | Zig:8    | Noticed Ofuki the pandemonium lord
354357 | Zig:8    | Noticed Epuyss the pandemonium lord
354357 | Zig:8    | Killed Bofus the pandemonium lord
354357 | Zig:8    | Killed Roujoso the pandemonium lord
354358 | Zig:8    | Noticed Esmey the pandemonium lord
354358 | Zig:8    | Noticed Zauc the pandemonium lord
354358 | Zig:8    | Killed Geanliel the pandemonium lord
354359 | Zig:8    | Noticed Gegiz the pandemonium lord
354359 | Zig:8    | Noticed Urovvep the pandemonium lord
354359 | Zig:8    | Noticed Etilot the pandemonium lord
354359 | Zig:8    | Killed Esmey the pandemonium lord
354359 | Zig:8    | Killed Miudghyr the pandemonium lord
354359 | Zig:8    | Killed Epuyss the pandemonium lord
354359 | Zig:8    | Killed Sichusch the pandemonium lord
354359 | Zig:8    | Killed Jokomixe the pandemonium lord
354359 | Zig:8    | Killed Foyniheasch the pandemonium lord
354360 | Zig:8    | Noticed Qicoasch the pandemonium lord
354360 | Zig:8    | Noticed Kakadez the pandemonium lord
354362 | Zig:8    | Killed Piant the pandemonium lord
354363 | Zig:8    | Noticed Laven the pandemonium lord
354363 | Zig:8    | Killed Kowunt the pandemonium lord
354363 | Zig:8    | Killed Riyti the pandemonium lord
354363 | Zig:8    | Killed Qicoasch the pandemonium lord
354363 | Zig:8    | Killed Kakadez the pandemonium lord
354363 | Zig:8    | Killed Boridgh the pandemonium lord
354363 | Zig:8    | Killed Laven the pandemonium lord
354363 | Zig:8    | Killed Giteil the pandemonium lord
354364 | Zig:8    | Noticed Weetiugi the pandemonium lord
354364 | Zig:8    | Noticed Sofeufie the pandemonium lord
354364 | Zig:8    | Noticed Levem the pandemonium lord
354364 | Zig:8    | Noticed Bocyzekk the pandemonium lord
354364 | Zig:8    | Killed Zauc the pandemonium lord
354364 | Zig:8    | Killed Ofuki the pandemonium lord
354364 | Zig:8    | Killed Urovvep the pandemonium lord
354365 | Zig:8    | Noticed Tepaoh the pandemonium lord
354365 | Zig:8    | Killed Gegiz the pandemonium lord
354367 | Zig:8    | Noticed Uro Qase the pandemonium lord
354367 | Zig:8    | Noticed Siaqufuh the pandemonium lord
354367 | Zig:8    | Killed Xiohalik the pandemonium lord
354370 | Zig:8    | Killed Dazxat the pandemonium lord
354370 | Zig:8    | Killed Vatiwucu the pandemonium lord
354371 | Zig:8    | Killed Weetiugi the pandemonium lord
354371 | Zig:8    | Killed Dereakk the pandemonium lord
354373 | Zig:8    | Noticed Ojaipt the pandemonium lord
354375 | Zig:8    | Killed Ojaipt the pandemonium lord
354376 | Zig:8    | Noticed Pyuso the pandemonium lord
354376 | Zig:8    | Killed Hifi Byig the pandemonium lord
354376 | Zig:8    | Killed Uro Qase the pandemonium lord
354376 | Zig:8    | Killed Sofeufie the pandemonium lord
354376 | Zig:8    | Killed Bocyzekk the pandemonium lord
354378 | Zig:8    | Noticed Iczaisk the pandemonium lord
354378 | Zig:8    | Noticed Weogg the pandemonium lord
354378 | Zig:8    | Noticed Oraokyafyma the pandemonium lord
354381 | Zig:8    | Killed Romemifo the pandemonium lord
354382 | Zig:8    | Killed Iczaisk the pandemonium lord
354382 | Zig:8    | Killed Levem the pandemonium lord
354383 | Zig:8    | Noticed Seisch the pandemonium lord
354383 | Zig:8    | Killed Pyuso the pandemonium lord
354384 | Zig:8    | Killed Tepaoh the pandemonium lord
354385 | Zig:8    | Killed Weogg the pandemonium lord
354386 | Zig:8    | Noticed Henicw the pandemonium lord
354386 | Zig:8    | Killed Siaqufuh the pandemonium lord
354387 | Zig:8    | Killed Etilot the pandemonium lord
354389 | Zig:8    | Killed Qezuant the pandemonium lord
354389 | Zig:8    | Killed Seisch the pandemonium lord
354389 | Zig:8    | Killed Agugakk the pandemonium lord
354392 | Zig:8    | Noticed Vuulallu the pandemonium lord
354392 | Zig:8    | Killed Vuulallu the pandemonium lord
354392 | Zig:8    | Killed Oraokyafyma the pandemonium lord
354396 | Zig:8    | Killed Henicw the pandemonium lord
354399 | Zig:8    | Killed Onkyxt the pandemonium lord
354402 | Zig:8    | Noticed Vesuin the pandemonium lord
354408 | Zig:8    | Killed Vesuin the pandemonium lord
354611 | Zig:8    | Identified the Catalogue of Translocation and Transmutation
354619 | Zig:9    | Entered Level 9 of a ziggurat
354619 | Zig:9    | Noticed a greater mummy
354619 | Zig:9    | Noticed a greater mummy
354619 | Zig:9    | Noticed a greater mummy
354619 | Zig:9    | Noticed a greater mummy
354619 | Zig:9    | Noticed a greater mummy
354619 | Zig:9    | Noticed a greater mummy
354621 | Zig:9    | Noticed a greater mummy
354621 | Zig:9    | Noticed a greater mummy
354623 | Zig:9    | Killed a greater mummy
354623 | Zig:9    | Killed a greater mummy
354623 | Zig:9    | Killed a greater mummy
354624 | Zig:9    | Noticed a greater mummy
354624 | Zig:9    | Killed a greater mummy
354624 | Zig:9    | Killed a greater mummy
354624 | Zig:9    | Killed a greater mummy
354624 | Zig:9    | Killed a greater mummy
354625 | Zig:9    | Noticed a greater mummy
354625 | Zig:9    | Noticed a greater mummy
354626 | Zig:9    | Noticed a greater mummy
354626 | Zig:9    | Noticed a greater mummy
354626 | Zig:9    | Noticed a greater mummy
354626 | Zig:9    | Noticed a greater mummy
354627 | Zig:9    | Noticed a greater mummy
354627 | Zig:9    | Noticed a greater mummy
354628 | Zig:9    | Noticed a greater mummy
354629 | Zig:9    | Killed a greater mummy
354629 | Zig:9    | Killed a greater mummy
354629 | Zig:9    | Killed a greater mummy
354629 | Zig:9    | Killed a greater mummy
354630 | Zig:9    | Noticed a greater mummy
354630 | Zig:9    | Noticed a greater mummy
354631 | Zig:9    | Noticed a greater mummy
354631 | Zig:9    | Killed a greater mummy
354632 | Zig:9    | Noticed a greater mummy
354632 | Zig:9    | Killed a greater mummy
354632 | Zig:9    | Killed a greater mummy
354632 | Zig:9    | Killed a greater mummy
354632 | Zig:9    | Killed a greater mummy
354633 | Zig:9    | Noticed a greater mummy
354633 | Zig:9    | Killed a greater mummy
354633 | Zig:9    | Killed a greater mummy
354634 | Zig:9    | Killed a greater mummy
354636 | Zig:9    | Killed a greater mummy
354636 | Zig:9    | Killed a greater mummy
354636 | Zig:9    | Killed a greater mummy
354638 | Zig:9    | Killed a greater mummy
354680 | Zig:9    | Identified the cursed +1 gold dragon scales "Maxt" {*Corrode rPois rF+ rC+ Dex+4 Slay+5} (You found it on level 9 of a ziggurat)
354700 | Zig:10   | Entered Level 10 of a ziggurat
354700 | Zig:10   | Noticed an ancient lich
354700 | Zig:10   | Noticed an ancient lich
354700 | Zig:10   | Noticed an ancient lich
354700 | Zig:10   | Noticed an ancient lich
354700 | Zig:10   | Noticed an ancient lich
354700 | Zig:10   | Noticed an ancient lich
354700 | Zig:10   | Noticed an ancient lich
354700 | Zig:10   | Noticed an ancient lich
354700 | Zig:10   | Noticed an ancient lich
354700 | Zig:10   | Noticed an ancient lich
354700 | Zig:10   | Noticed an ancient lich
354701 | Zig:10   | Killed an ancient lich
354701 | Zig:10   | Killed an ancient lich
354701 | Zig:10   | Killed an ancient lich
354701 | Zig:10   | Killed an ancient lich
354701 | Zig:10   | Killed an ancient lich
354701 | Zig:10   | Killed an ancient lich
354702 | Zig:10   | Noticed an ancient lich
354703 | Zig:10   | Noticed an ancient lich
354703 | Zig:10   | Killed an ancient lich
354703 | Zig:10   | Killed an ancient lich
354704 | Zig:10   | Killed an ancient lich
354704 | Zig:10   | Killed an ancient lich
354705 | Zig:10   | Noticed an ancient lich
354705 | Zig:10   | Killed an ancient lich
354705 | Zig:10   | Killed an ancient lich
354706 | Zig:10   | Noticed an ancient lich
354706 | Zig:10   | Noticed an ancient lich
354706 | Zig:10   | Noticed an ancient lich
354706 | Zig:10   | Noticed an ancient lich
354707 | Zig:10   | Noticed an ancient lich
354707 | Zig:10   | Noticed an ancient lich
354707 | Zig:10   | Noticed an ancient lich
354707 | Zig:10   | Killed an ancient lich
354708 | Zig:10   | Noticed an ancient lich
354708 | Zig:10   | Noticed an ancient lich
354708 | Zig:10   | Noticed an ancient lich
354708 | Zig:10   | Noticed an ancient lich
354708 | Zig:10   | Noticed an ancient lich
354708 | Zig:10   | Noticed an ancient lich
354708 | Zig:10   | Noticed an ancient lich
354709 | Zig:10   | Noticed an ancient lich
354709 | Zig:10   | Killed an ancient lich
354709 | Zig:10   | Killed an ancient lich
354709 | Zig:10   | Killed an ancient lich
354709 | Zig:10   | Killed an ancient lich
354709 | Zig:10   | Killed an ancient lich
354709 | Zig:10   | Killed an ancient lich
354709 | Zig:10   | Killed an ancient lich
354709 | Zig:10   | Killed an ancient lich
354709 | Zig:10   | Killed an ancient lich
354709 | Zig:10   | Killed an ancient lich
354709 | Zig:10   | Killed an ancient lich
354709 | Zig:10   | Killed an ancient lich
354710 | Zig:10   | Noticed an ancient lich
354710 | Zig:10   | Noticed an ancient lich
354710 | Zig:10   | Noticed an ancient lich
354710 | Zig:10   | Noticed an ancient lich
354711 | Zig:10   | Noticed an ancient lich
354711 | Zig:10   | Noticed an ancient lich
354712 | Zig:10   | Noticed an ancient lich
354712 | Zig:10   | Killed an ancient lich
354714 | Zig:10   | Killed an ancient lich
354714 | Zig:10   | Killed an ancient lich
354715 | Zig:10   | Noticed an ancient lich
354716 | Zig:10   | Noticed an ancient lich
354716 | Zig:10   | Noticed an ancient lich
354716 | Zig:10   | Killed an ancient lich
354716 | Zig:10   | Killed an ancient lich
354716 | Zig:10   | Killed an ancient lich
354716 | Zig:10   | Killed an ancient lich
354716 | Zig:10   | Killed an ancient lich
354717 | Zig:10   | Killed an ancient lich
354717 | Zig:10   | Killed an ancient lich
354718 | Zig:10   | Noticed an ancient lich
354720 | Zig:10   | Killed an ancient lich
354720 | Zig:10   | Killed an ancient lich
354720 | Zig:10   | Killed an ancient lich
354720 | Zig:10   | Killed an ancient lich
354720 | Zig:10   | Killed an ancient lich
354722 | Zig:10   | Noticed an ancient lich
354726 | Zig:10   | Killed an ancient lich
354796 | Zig:10   | Identified the Handbook of the Entourage and Dislocation
354840 | Zig:11   | Entered Level 11 of a ziggurat
354840 | Zig:11   | Noticed Orryidd the pandemonium lord
354840 | Zig:11   | Noticed Guxotyn the pandemonium lord
354840 | Zig:11   | Noticed Jeviagio the pandemonium lord
354840 | Zig:11   | Noticed Waefox the pandemonium lord
354840 | Zig:11   | Noticed Asem the pandemonium lord
354840 | Zig:11   | Noticed Omniste the pandemonium lord
354840 | Zig:11   | Noticed Zyonk the pandemonium lord
354840 | Zig:11   | Noticed Jado the pandemonium lord
354840 | Zig:11   | Noticed Liveilu the pandemonium lord
354840 | Zig:11   | Noticed Zereheav the pandemonium lord
354840 | Zig:11   | Noticed Lidaog the pandemonium lord
354840 | Zig:11   | Noticed Eceimnu the pandemonium lord
354840 | Zig:11   | Noticed Zaddume the pandemonium lord
354840 | Zig:11   | Noticed Ducid the pandemonium lord
354840 | Zig:11   | Noticed Inyntes the pandemonium lord
354840 | Zig:11   | Noticed Lifiazucui the pandemonium lord
354840 | Zig:11   | Noticed Qovoles the pandemonium lord
354840 | Zig:11   | Noticed Bymug the pandemonium lord
354840 | Zig:11   | Noticed Ituaxze the pandemonium lord
354840 | Zig:11   | Noticed Athukhlag the pandemonium lord
354840 | Zig:11   | Noticed Resug the pandemonium lord
354840 | Zig:11   | Noticed Aciqome the pandemonium lord
354840 | Zig:11   | Noticed Qylocu the pandemonium lord
354840 | Zig:11   | Noticed Emuw the pandemonium lord
354840 | Zig:11   | Noticed Duco the pandemonium lord
354840 | Zig:11   | Noticed Jarghicu the pandemonium lord
354840 | Zig:11   | Noticed Sovol the pandemonium lord
354840 | Zig:11   | Noticed Loxzyfea the pandemonium lord
354840 | Zig:11   | Noticed Laelopp the pandemonium lord
354840 | Zig:11   | Noticed Touda the pandemonium lord
354840 | Zig:11   | Noticed Lalun the pandemonium lord
354840 | Zig:11   | Noticed Kuryab the pandemonium lord
354840 | Zig:11   | Noticed Nasoyps the pandemonium lord
354840 | Zig:11   | Noticed Wiceh the pandemonium lord
354840 | Zig:11   | Noticed Vofimu the pandemonium lord
354842 | Zig:11   | Noticed Oclax the pandemonium lord
354842 | Zig:11   | Noticed Okay the pandemonium lord
354842 | Zig:11   | Noticed Ulour the pandemonium lord
354842 | Zig:11   | Noticed Puid the pandemonium lord
354843 | Zig:11   | Noticed Anela the pandemonium lord
354843 | Zig:11   | Killed Zaddume the pandemonium lord
354844 | Zig:11   | Noticed Hoikhupp the pandemonium lord
354844 | Zig:11   | Noticed Zilak the pandemonium lord
354844 | Zig:11   | Killed Sovol the pandemonium lord
354844 | Zig:11   | Killed Athukhlag the pandemonium lord
354844 | Zig:11   | Killed Zereheav the pandemonium lord
354844 | Zig:11   | Killed Inyntes the pandemonium lord
354845 | Zig:11   | Noticed Kaasu the pandemonium lord
354845 | Zig:11   | Noticed Qyuryvap the pandemonium lord
354845 | Zig:11   | Killed Asem the pandemonium lord
354845 | Zig:11   | Killed Orryidd the pandemonium lord
354845 | Zig:11   | Killed Jeviagio the pandemonium lord
354845 | Zig:11   | Killed Emuw the pandemonium lord
354845 | Zig:11   | Killed Qovoles the pandemonium lord
354845 | Zig:11   | Killed Jarghicu the pandemonium lord
354845 | Zig:11   | Killed Bymug the pandemonium lord
354845 | Zig:11   | Killed Qylocu the pandemonium lord
354845 | Zig:11   | Killed Loxzyfea the pandemonium lord
354845 | Zig:11   | Killed Anela the pandemonium lord
354846 | Zig:11   | Noticed Noushezi the pandemonium lord
354846 | Zig:11   | Noticed Tozuih the pandemonium lord
354846 | Zig:11   | Killed Aciqome the pandemonium lord
354846 | Zig:11   | Killed Kuryab the pandemonium lord
354846 | Zig:11   | Killed Nasoyps the pandemonium lord
354846 | Zig:11   | Killed Lalun the pandemonium lord
354846 | Zig:11   | Killed Omniste the pandemonium lord
354846 | Zig:11   | Killed Liveilu the pandemonium lord
354846 | Zig:11   | Killed Guxotyn the pandemonium lord
354847 | Zig:11   | Noticed Hiofonou the pandemonium lord
354847 | Zig:11   | Noticed Nituro the pandemonium lord
354848 | Zig:11   | Noticed Etza the pandemonium lord
354848 | Zig:11   | Noticed Haduki the pandemonium lord
354849 | Zig:11   | Killed Vofimu the pandemonium lord
354851 | Zig:11   | Noticed Zerap the pandemonium lord
354855 | Zig:11   | Noticed Zoimm the pandemonium lord
354855 | Zig:11   | Noticed Omab the pandemonium lord
354856 | Zig:11   | Noticed Eciehyox the pandemonium lord
354856 | Zig:11   | Killed Haduki the pandemonium lord
354857 | Zig:11   | Noticed Paemae the pandemonium lord
354857 | Zig:11   | Killed Zilak the pandemonium lord
354857 | Zig:11   | Killed Duco the pandemonium lord
354857 | Zig:11   | Killed Wiceh the pandemonium lord
354858 | Zig:11   | Noticed Bedotin the pandemonium lord
354858 | Zig:11   | Noticed Zaliph the pandemonium lord
354858 | Zig:11   | Noticed Zesipuf the pandemonium lord
354859 | Zig:11   | Noticed Dawnan the pandemonium lord
354859 | Zig:11   | Noticed Holowky the pandemonium lord
354859 | Zig:11   | Noticed Resit the pandemonium lord
354859 | Zig:11   | Killed Qyuryvap the pandemonium lord
354859 | Zig:11   | Killed Ituaxze the pandemonium lord
354859 | Zig:11   | Killed Etza the pandemonium lord
354859 | Zig:11   | Killed Eceimnu the pandemonium lord
354859 | Zig:11   | Killed Ducid the pandemonium lord
354860 | Zig:11   | Noticed Iseofef the pandemonium lord
354860 | Zig:11   | Killed Kaasu the pandemonium lord
354860 | Zig:11   | Killed Waefox the pandemonium lord
354860 | Zig:11   | Killed Jado the pandemonium lord
354860 | Zig:11   | Killed Zyonk the pandemonium lord
354860 | Zig:11   | Killed Puid the pandemonium lord
354860 | Zig:11   | Killed Lifiazucui the pandemonium lord
354861 | Zig:11   | Noticed Siymnani the pandemonium lord
354862 | Zig:11   | Noticed Xiuprauk the pandemonium lord
354863 | Zig:11   | Noticed Pyqad the pandemonium lord
354863 | Zig:11   | Noticed Exzos the pandemonium lord
354863 | Zig:11   | Noticed Saink the pandemonium lord
354863 | Zig:11   | Noticed Onufi the pandemonium lord
354863 | Zig:11   | Noticed Tilos the pandemonium lord
354863 | Zig:11   | Killed Oclax the pandemonium lord
354863 | Zig:11   | Killed Laelopp the pandemonium lord
354863 | Zig:11   | Killed Hiofonou the pandemonium lord
354863 | Zig:11   | Killed Touda the pandemonium lord
354863 | Zig:11   | Killed Noushezi the pandemonium lord
354864 | Zig:11   | Noticed Vopadei the pandemonium lord
354864 | Zig:11   | Noticed Diokh the pandemonium lord
354865 | Zig:11   | Noticed Waghapit the pandemonium lord
354865 | Zig:11   | Noticed Jul Bour the pandemonium lord
354865 | Zig:11   | Killed Saink the pandemonium lord
354865 | Zig:11   | Killed Resit the pandemonium lord
354866 | Zig:11   | Noticed Ylu Fezosaoph the pandemonium lord
354867 | Zig:11   | Noticed Eshyhirch the pandemonium lord
354867 | Zig:11   | Noticed Etynuh the pandemonium lord
354867 | Zig:11   | Noticed Rinuyt the pandemonium lord
354867 | Zig:11   | Noticed Gol Mogi the pandemonium lord
354867 | Zig:11   | Noticed Foeps the pandemonium lord
354868 | Zig:11   | Noticed Meih the pandemonium lord
354868 | Zig:11   | Noticed Non Fiu the pandemonium lord
354868 | Zig:11   | Noticed Faitsic Zaot the pandemonium lord
354868 | Zig:11   | Noticed Ytehuidu the pandemonium lord
354868 | Zig:11   | Noticed Bippuk the pandemonium lord
354870 | Zig:11   | Noticed Ineacroaso the pandemonium lord
354870 | Zig:11   | Noticed Yruth the pandemonium lord
354870 | Zig:11   | Noticed Midgh the pandemonium lord
354870 | Zig:11   | Killed Onufi the pandemonium lord
354871 | Zig:11   | Noticed Emoevyam the pandemonium lord
354871 | Zig:11   | Noticed Zyxer the pandemonium lord
354871 | Zig:11   | Killed Hoikhupp the pandemonium lord
354871 | Zig:11   | Killed Zaliph the pandemonium lord
354872 | Zig:11   | Killed Tozuih the pandemonium lord
354872 | Zig:11   | Killed Dawnan the pandemonium lord
354872 | Zig:11   | Killed Exzos the pandemonium lord
354872 | Zig:11   | Killed Meih the pandemonium lord
354873 | Zig:11   | Killed Eciehyox the pandemonium lord
354873 | Zig:11   | Killed Okay the pandemonium lord
354874 | Zig:11   | Killed Ylu Fezosaoph the pandemonium lord
354874 | Zig:11   | Killed Xiuprauk the pandemonium lord
354874 | Zig:11   | Killed Faitsic Zaot the pandemonium lord
354874 | Zig:11   | Killed Midgh the pandemonium lord
354874 | Zig:11   | Killed Zesipuf the pandemonium lord
354875 | Zig:11   | Noticed Ybocul the pandemonium lord
354876 | Zig:11   | Noticed Zicseoso the pandemonium lord
354876 | Zig:11   | Killed Waghapit the pandemonium lord
354876 | Zig:11   | Killed Gol Mogi the pandemonium lord
354876 | Zig:11   | Killed Omab the pandemonium lord
354876 | Zig:11   | Killed Jul Bour the pandemonium lord
354876 | Zig:11   | Killed Etynuh the pandemonium lord
354876 | Zig:11   | Killed Lidaog the pandemonium lord
354877 | Zig:11   | Noticed Koelack the pandemonium lord
354877 | Zig:11   | Killed Zyxer the pandemonium lord
354878 | Zig:11   | Noticed Nefruduh the pandemonium lord
354878 | Zig:11   | Noticed Zinewiu the pandemonium lord
354879 | Zig:11   | Noticed Difegiuq the pandemonium lord
354879 | Zig:11   | Killed Zoimm the pandemonium lord
354879 | Zig:11   | Killed Zerap the pandemonium lord
354879 | Zig:11   | Killed Ybocul the pandemonium lord
354879 | Zig:11   | Killed Pyqad the pandemonium lord
354879 | Zig:11   | Killed Tilos the pandemonium lord
354879 | Zig:11   | Killed Vopadei the pandemonium lord
354879 | Zig:11   | Killed Nituro the pandemonium lord
354880 | Zig:11   | Noticed Qesmugess the pandemonium lord
354880 | Zig:11   | Killed Rinuyt the pandemonium lord
354880 | Zig:11   | Killed Zicseoso the pandemonium lord
354881 | Zig:11   | Noticed Pipnuqim the pandemonium lord
354881 | Zig:11   | Noticed Tenn the pandemonium lord
354882 | Zig:11   | Noticed Joung the pandemonium lord
354882 | Zig:11   | Noticed Kesam the pandemonium lord
354882 | Zig:11   | Killed Siymnani the pandemonium lord
354882 | Zig:11   | Killed Emoevyam the pandemonium lord
354882 | Zig:11   | Killed Nefruduh the pandemonium lord
354882 | Zig:11   | Killed Foeps the pandemonium lord
354882 | Zig:11   | Killed Eshyhirch the pandemonium lord
354882 | Zig:11   | Killed Difegiuq the pandemonium lord
354883 | Zig:11   | Noticed Muurumac the pandemonium lord
354885 | Zig:11   | Noticed Xumo the pandemonium lord
354885 | Zig:11   | Killed Bedotin the pandemonium lord
354886 | Zig:11   | Noticed Samuump the pandemonium lord
354886 | Zig:11   | Killed Koelack the pandemonium lord
354886 | Zig:11   | Killed Pipnuqim the pandemonium lord
354886 | Zig:11   | Killed Holowky the pandemonium lord
354886 | Zig:11   | Killed Ulour the pandemonium lord
354886 | Zig:11   | Killed Non Fiu the pandemonium lord
354886 | Zig:11   | Killed Tenn the pandemonium lord
354887 | Zig:11   | Noticed Ytsumau Tyng the pandemonium lord
354887 | Zig:11   | Noticed Rok Oxoc the pandemonium lord
354887 | Zig:11   | Killed Xumo the pandemonium lord
354887 | Zig:11   | Killed Kesam the pandemonium lord
354887 | Zig:11   | Killed Diokh the pandemonium lord
354887 | Zig:11   | Killed Zinewiu the pandemonium lord
354887 | Zig:11   | Killed Muurumac the pandemonium lord
354887 | Zig:11   | Killed Iseofef the pandemonium lord
354887 | Zig:11   | Killed Yruth the pandemonium lord
354887 | Zig:11   | Killed Qesmugess the pandemonium lord
354888 | Zig:11   | Noticed Uhoiduom the pandemonium lord
354888 | Zig:11   | Noticed Wato the pandemonium lord
354889 | Zig:11   | Noticed Exuokh the pandemonium lord
354889 | Zig:11   | Noticed Sobubb the pandemonium lord
354890 | Zig:11   | Noticed Cuom the pandemonium lord
354890 | Zig:11   | Noticed Cimeilepn the pandemonium lord
354891 | Zig:11   | Noticed Laiwk the pandemonium lord
354891 | Zig:11   | Killed Uhoiduom the pandemonium lord
354891 | Zig:11   | Killed Rok Oxoc the pandemonium lord
354891 | Zig:11   | Killed Exuokh the pandemonium lord
354891 | Zig:11   | Killed Ytsumau Tyng the pandemonium lord
354891 | Zig:11   | Killed Joung the pandemonium lord
354891 | Zig:11   | Killed Paemae the pandemonium lord
354894 | Zig:11   | Killed Ineacroaso the pandemonium lord
354897 | Zig:11   | Noticed Botal the pandemonium lord
354897 | Zig:11   | Noticed Nuistrequ the pandemonium lord
354898 | Zig:11   | Noticed Nyn Zitz the pandemonium lord
354898 | Zig:11   | Killed Ytehuidu the pandemonium lord
354899 | Zig:11   | Noticed Deuxku Leiwa the pandemonium lord
354899 | Zig:11   | Noticed Kuilu the pandemonium lord
354900 | Zig:11   | Noticed Qonon the pandemonium lord
354900 | Zig:11   | Noticed Veim the pandemonium lord
354900 | Zig:11   | Killed Samuump the pandemonium lord
354900 | Zig:11   | Killed Wato the pandemonium lord
354900 | Zig:11   | Killed Cuom the pandemonium lord
354900 | Zig:11   | Killed Nyn Zitz the pandemonium lord
354901 | Zig:11   | Noticed Lueruj the pandemonium lord
354901 | Zig:11   | Killed Kuilu the pandemonium lord
354901 | Zig:11   | Killed Cimeilepn the pandemonium lord
354901 | Zig:11   | Killed Bippuk the pandemonium lord
354901 | Zig:11   | Killed Laiwk the pandemonium lord
354902 | Zig:11   | Noticed Caowuzac the pandemonium lord
354903 | Zig:11   | Noticed Huvaucwo the pandemonium lord
354904 | Zig:11   | Noticed Eduxt the pandemonium lord
354904 | Zig:11   | Noticed Yjexommocw the pandemonium lord
354904 | Zig:11   | Killed Eduxt the pandemonium lord
354904 | Zig:11   | Killed Nuistrequ the pandemonium lord
354904 | Zig:11   | Killed Sobubb the pandemonium lord
354905 | Zig:11   | Killed Gibinteb the pandemonium lord
354905 | Zig:11   | Killed Caowuzac the pandemonium lord
354906 | Zig:11   | Noticed Cocorin the pandemonium lord
354910 | Zig:11   | Killed Huvaucwo the pandemonium lord
354910 | Zig:11   | Killed Resug the pandemonium lord
354913 | Zig:11   | Killed Lueruj the pandemonium lord
354914 | Zig:11   | Killed Cocorin the pandemonium lord
354916 | Zig:11   | Noticed Gelod the pandemonium lord
354916 | Zig:11   | Killed Yjexommocw the pandemonium lord
354916 | Zig:11   | Killed Veim the pandemonium lord
354917 | Zig:11   | Noticed Buumatt the pandemonium lord
354919 | Zig:11   | Killed Qonon the pandemonium lord
354920 | Zig:11   | Noticed Nururith the pandemonium lord
354921 | Zig:11   | Killed Buumatt the pandemonium lord
354923 | Zig:11   | Killed Nururith the pandemonium lord
354923 | Zig:11   | Killed Botal the pandemonium lord
354926 | Zig:11   | Killed Deuxku Leiwa the pandemonium lord
354930 | Zig:11   | Killed Gelod the pandemonium lord
355108 | Zig:12   | Entered Level 12 of a ziggurat
355336 | Zig:13   | Entered Level 13 of a ziggurat
355474 | Zig:13   | Identified the +3 pair of gloves "Beinneng" {Int+6} (You found it on level 13 of a ziggurat)
355509 | Zig:13   | Identified the cursed +0 crystal plate armour of Kindness {rElec rPois rF- Int+5 Slay+2} (You found it on level 13 of a ziggurat)
355515 | Zig:14   | Entered Level 14 of a ziggurat
355713 | Zig:15   | Entered Level 15 of a ziggurat
355717 | Zig:15   | Paralysed by accursed screaming for 2 turns
355723 | Zig:15   | Paralysed by accursed screaming for 2 turns
355729 | Zig:15   | Paralysed by accursed screaming for 2 turns
355743 | Zig:15   | Paralysed by accursed screaming for 1 turns
355848 | Zig:15   | Paralysed by accursed screaming for 1 turns
355970 | Zig:15   | Got a scintillating tin amulet
355971 | Zig:15   | Identified the amulet of Law {+Rage rElec Str+2 Dex+2 SInv} (You found it on level 15 of a ziggurat)
356003 | Zig:15   | Got an ancient glass ring
356004 | Zig:15   | Identified the ring of Lugonu's Supremacy {+Blink rC+ Str+5 Stlth-} (You found it on level 15 of a ziggurat)
356049 | Zig:16   | Entered Level 16 of a ziggurat
356049 | Zig:16   | Noticed an ancient lich
356049 | Zig:16   | Noticed an ancient lich
356049 | Zig:16   | Noticed an ancient lich
356049 | Zig:16   | Noticed an ancient lich
356049 | Zig:16   | Noticed an ancient lich
356049 | Zig:16   | Noticed an ancient lich
356049 | Zig:16   | Noticed an ancient lich
356049 | Zig:16   | Noticed an ancient lich
356049 | Zig:16   | Noticed an ancient lich
356049 | Zig:16   | Noticed an ancient lich
356049 | Zig:16   | Noticed an ancient lich
356049 | Zig:16   | Noticed an ancient lich
356049 | Zig:16   | Noticed an ancient lich
356049 | Zig:16   | Noticed an ancient lich
356049 | Zig:16   | Noticed an ancient lich
356049 | Zig:16   | Noticed an ancient lich
356049 | Zig:16   | Noticed an ancient lich
356049 | Zig:16   | Noticed an ancient lich
356049 | Zig:16   | Noticed an ancient lich
356049 | Zig:16   | Noticed an ancient lich
356050 | Zig:16   | Killed an ancient lich
356050 | Zig:16   | Killed an ancient lich
356050 | Zig:16   | Killed an ancient lich
356050 | Zig:16   | Killed an ancient lich
356050 | Zig:16   | Killed an ancient lich
356050 | Zig:16   | Killed an ancient lich
356050 | Zig:16   | Killed an ancient lich
356050 | Zig:16   | Killed an ancient lich
356050 | Zig:16   | Killed an ancient lich
356050 | Zig:16   | Killed an ancient lich
356050 | Zig:16   | Killed an ancient lich
356051 | Zig:16   | Noticed an ancient lich
356051 | Zig:16   | Noticed an ancient lich
356051 | Zig:16   | Noticed an ancient lich
356051 | Zig:16   | Noticed an ancient lich
356052 | Zig:16   | Noticed an ancient lich
356052 | Zig:16   | Killed an ancient lich
356052 | Zig:16   | Killed an ancient lich
356052 | Zig:16   | Killed an ancient lich
356052 | Zig:16   | Killed an ancient lich
356053 | Zig:16   | Noticed an ancient lich
356053 | Zig:16   | Killed an ancient lich
356053 | Zig:16   | Killed an ancient lich
356053 | Zig:16   | Killed an ancient lich
356053 | Zig:16   | Killed an ancient lich
356053 | Zig:16   | Killed an ancient lich
356053 | Zig:16   | Killed an ancient lich
356054 | Zig:16   | Noticed an ancient lich
356054 | Zig:16   | Noticed an ancient lich
356054 | Zig:16   | Noticed an ancient lich
356054 | Zig:16   | Noticed an ancient lich
356054 | Zig:16   | Noticed an ancient lich
356054 | Zig:16   | Noticed an ancient lich
356054 | Zig:16   | Noticed an ancient lich
356054 | Zig:16   | Killed an ancient lich
356054 | Zig:16   | Killed an ancient lich
356054 | Zig:16   | Killed an ancient lich
356054 | Zig:16   | Killed an ancient lich
356055 | Zig:16   | Noticed an ancient lich
356055 | Zig:16   | Noticed an ancient lich
356055 | Zig:16   | Noticed an ancient lich
356055 | Zig:16   | Noticed an ancient lich
356055 | Zig:16   | Noticed an ancient lich
356055 | Zig:16   | Noticed an ancient lich
356055 | Zig:16   | Noticed an ancient lich
356055 | Zig:16   | Noticed an ancient lich
356056 | Zig:16   | Noticed an ancient lich
356056 | Zig:16   | Noticed an ancient lich
356056 | Zig:16   | Noticed an ancient lich
356056 | Zig:16   | Noticed an ancient lich
356056 | Zig:16   | Noticed an ancient lich
356056 | Zig:16   | Noticed an ancient lich
356056 | Zig:16   | Noticed an ancient lich
356056 | Zig:16   | Noticed an ancient lich
356056 | Zig:16   | Noticed an ancient lich
356056 | Zig:16   | Noticed an ancient lich
356056 | Zig:16   | Killed an ancient lich
356056 | Zig:16   | Killed an ancient lich
356056 | Zig:16   | Killed an ancient lich
356056 | Zig:16   | Killed an ancient lich
356057 | Zig:16   | Noticed an ancient lich
356057 | Zig:16   | Noticed an ancient lich
356057 | Zig:16   | Noticed an ancient lich
356057 | Zig:16   | Noticed an ancient lich
356057 | Zig:16   | Noticed an ancient lich
356057 | Zig:16   | Noticed an ancient lich
356057 | Zig:16   | Noticed an ancient lich
356057 | Zig:16   | Noticed an ancient lich
356058 | Zig:16   | Noticed an ancient lich
356058 | Zig:16   | Noticed an ancient lich
356058 | Zig:16   | Noticed an ancient lich
356058 | Zig:16   | Noticed an ancient lich
356060 | Zig:16   | Noticed an ancient lich
356060 | Zig:16   | Noticed an ancient lich
356060 | Zig:16   | Noticed an ancient lich
356060 | Zig:16   | Noticed an ancient lich
356060 | Zig:16   | Killed an ancient lich
356060 | Zig:16   | Killed an ancient lich
356060 | Zig:16   | Killed an ancient lich
356060 | Zig:16   | Killed an ancient lich
356060 | Zig:16   | Killed an ancient lich
356060 | Zig:16   | Killed an ancient lich
356060 | Zig:16   | Killed an ancient lich
356060 | Zig:16   | Killed an ancient lich
356060 | Zig:16   | Killed an ancient lich
356060 | Zig:16   | Killed an ancient lich
356060 | Zig:16   | Killed an ancient lich
356060 | Zig:16   | Killed an ancient lich
356060 | Zig:16   | Killed an ancient lich
356060 | Zig:16   | Killed an ancient lich
356060 | Zig:16   | Killed an ancient lich
356060 | Zig:16   | Killed an ancient lich
356060 | Zig:16   | Killed an ancient lich
356060 | Zig:16   | Killed an ancient lich
356060 | Zig:16   | Killed an ancient lich
356060 | Zig:16   | Killed an ancient lich
356060 | Zig:16   | Killed an ancient lich
356060 | Zig:16   | Killed an ancient lich
356060 | Zig:16   | Killed an ancient lich
356061 | Zig:16   | Noticed an ancient lich
356062 | Zig:16   | Noticed an ancient lich
356062 | Zig:16   | Noticed an ancient lich
356062 | Zig:16   | Noticed an ancient lich
356062 | Zig:16   | Noticed an ancient lich
356062 | Zig:16   | Killed an ancient lich
356062 | Zig:16   | Killed an ancient lich
356062 | Zig:16   | Killed an ancient lich
356062 | Zig:16   | Killed an ancient lich
356062 | Zig:16   | Killed an ancient lich
356063 | Zig:16   | Noticed an ancient lich
356063 | Zig:16   | Noticed an ancient lich
356063 | Zig:16   | Noticed an ancient lich
356063 | Zig:16   | Killed an ancient lich
356063 | Zig:16   | Killed an ancient lich
356063 | Zig:16   | Killed an ancient lich
356063 | Zig:16   | Killed an ancient lich
356063 | Zig:16   | Killed an ancient lich
356063 | Zig:16   | Killed an ancient lich
356063 | Zig:16   | Killed an ancient lich
356063 | Zig:16   | Killed an ancient lich
356063 | Zig:16   | Killed an ancient lich
356063 | Zig:16   | Killed an ancient lich
356063 | Zig:16   | Killed an ancient lich
356064 | Zig:16   | Noticed an ancient lich
356064 | Zig:16   | Noticed an ancient lich
356064 | Zig:16   | Noticed an ancient lich
356064 | Zig:16   | Killed an ancient lich
356064 | Zig:16   | Killed an ancient lich
356064 | Zig:16   | Killed an ancient lich
356065 | Zig:16   | Noticed an ancient lich
356065 | Zig:16   | Noticed an ancient lich
356065 | Zig:16   | Noticed an ancient lich
356065 | Zig:16   | Noticed an ancient lich
356065 | Zig:16   | Noticed an ancient lich
356065 | Zig:16   | Killed an ancient lich
356065 | Zig:16   | Killed an ancient lich
356066 | Zig:16   | Noticed an ancient lich
356066 | Zig:16   | Noticed an ancient lich
356066 | Zig:16   | Noticed an ancient lich
356066 | Zig:16   | Noticed an ancient lich
356066 | Zig:16   | Noticed an ancient lich
356066 | Zig:16   | Noticed an ancient lich
356066 | Zig:16   | Noticed an ancient lich
356066 | Zig:16   | Noticed an ancient lich
356066 | Zig:16   | Noticed an ancient lich
356066 | Zig:16   | Noticed an ancient lich
356066 | Zig:16   | Noticed an ancient lich
356066 | Zig:16   | Noticed an ancient lich
356066 | Zig:16   | Killed an ancient lich
356066 | Zig:16   | Killed an ancient lich
356067 | Zig:16   | Noticed an ancient lich
356067 | Zig:16   | Noticed an ancient lich
356067 | Zig:16   | Noticed an ancient lich
356067 | Zig:16   | Noticed an ancient lich
356068 | Zig:16   | Noticed an ancient lich
356068 | Zig:16   | Noticed an ancient lich
356068 | Zig:16   | Noticed an ancient lich
356068 | Zig:16   | Noticed an ancient lich
356068 | Zig:16   | Noticed an ancient lich
356068 | Zig:16   | Noticed an ancient lich
356068 | Zig:16   | Noticed an ancient lich
356068 | Zig:16   | Noticed an ancient lich
356069 | Zig:16   | Noticed an ancient lich
356069 | Zig:16   | Killed an ancient lich
356069 | Zig:16   | Killed an ancient lich
356069 | Zig:16   | Killed an ancient lich
356069 | Zig:16   | Killed an ancient lich
356069 | Zig:16   | Killed an ancient lich
356069 | Zig:16   | Killed an ancient lich
356069 | Zig:16   | Killed an ancient lich
356069 | Zig:16   | Killed an ancient lich
356069 | Zig:16   | Killed an ancient lich
356069 | Zig:16   | Killed an ancient lich
356069 | Zig:16   | Killed an ancient lich
356069 | Zig:16   | Killed an ancient lich
356069 | Zig:16   | Killed an ancient lich
356069 | Zig:16   | Killed an ancient lich
356069 | Zig:16   | Killed an ancient lich
356069 | Zig:16   | Killed an ancient lich
356069 | Zig:16   | Killed an ancient lich
356069 | Zig:16   | Killed an ancient lich
356069 | Zig:16   | Killed an ancient lich
356070 | Zig:16   | Noticed an ancient lich
356070 | Zig:16   | Noticed an ancient lich
356070 | Zig:16   | Noticed an ancient lich
356070 | Zig:16   | Noticed an ancient lich
356070 | Zig:16   | Noticed an ancient lich
356070 | Zig:16   | Noticed an ancient lich
356070 | Zig:16   | Noticed an ancient lich
356071 | Zig:16   | Noticed an ancient lich
356071 | Zig:16   | Noticed an ancient lich
356071 | Zig:16   | Noticed an ancient lich
356071 | Zig:16   | Noticed an ancient lich
356072 | Zig:16   | Noticed an ancient lich
356072 | Zig:16   | Noticed an ancient lich
356072 | Zig:16   | Noticed an ancient lich
356072 | Zig:16   | Noticed an ancient lich
356072 | Zig:16   | Noticed an ancient lich
356074 | Zig:16   | Killed an ancient lich
356074 | Zig:16   | Killed an ancient lich
356074 | Zig:16   | Killed an ancient lich
356074 | Zig:16   | Killed an ancient lich
356074 | Zig:16   | Killed an ancient lich
356074 | Zig:16   | Killed an ancient lich
356074 | Zig:16   | Killed an ancient lich
356074 | Zig:16   | Killed an ancient lich
356075 | Zig:16   | Noticed an ancient lich
356075 | Zig:16   | Killed an ancient lich
356076 | Zig:16   | Killed an ancient lich
356076 | Zig:16   | Killed an ancient lich
356076 | Zig:16   | Killed an ancient lich
356076 | Zig:16   | Killed an ancient lich
356076 | Zig:16   | Killed an ancient lich
356077 | Zig:16   | Killed an ancient lich
356077 | Zig:16   | Killed an ancient lich
356077 | Zig:16   | Killed an ancient lich
356077 | Zig:16   | Killed an ancient lich
356077 | Zig:16   | Killed an ancient lich
356077 | Zig:16   | Killed an ancient lich
356077 | Zig:16   | Killed an ancient lich
356078 | Zig:16   | Noticed an ancient lich
356078 | Zig:16   | Noticed an ancient lich
356078 | Zig:16   | Noticed an ancient lich
356078 | Zig:16   | Noticed an ancient lich
356078 | Zig:16   | Noticed an ancient lich
356078 | Zig:16   | Noticed an ancient lich
356078 | Zig:16   | Noticed an ancient lich
356078 | Zig:16   | Noticed an ancient lich
356078 | Zig:16   | Killed an ancient lich
356078 | Zig:16   | Killed an ancient lich
356078 | Zig:16   | Killed an ancient lich
356078 | Zig:16   | Killed an ancient lich
356078 | Zig:16   | Killed an ancient lich
356079 | Zig:16   | Noticed an ancient lich
356082 | Zig:16   | Killed an ancient lich
356082 | Zig:16   | Killed an ancient lich
356082 | Zig:16   | Killed an ancient lich
356082 | Zig:16   | Killed an ancient lich
356082 | Zig:16   | Killed an ancient lich
356082 | Zig:16   | Killed an ancient lich
356082 | Zig:16   | Killed an ancient lich
356084 | Zig:16   | Killed an ancient lich
356084 | Zig:16   | Killed an ancient lich
356085 | Zig:16   | Killed an ancient lich
356085 | Zig:16   | Killed an ancient lich
356085 | Zig:16   | Killed an ancient lich
356087 | Zig:16   | Noticed an ancient lich
356087 | Zig:16   | Noticed an ancient lich
356087 | Zig:16   | Killed an ancient lich
356088 | Zig:16   | Noticed an ancient lich
356088 | Zig:16   | Killed an ancient lich
356093 | Zig:16   | Killed an ancient lich
356093 | Zig:16   | Killed an ancient lich
356104 | Zig:16   | Got a faintly glowing jade amulet
356105 | Zig:16   | Identified the amulet "Atoumu Noda" {Gourm rN+ Int+4} (You found it on level 16 of a ziggurat)
356115 | Zig:16   | Got a smoking garnet amulet
356116 | Zig:16   | Identified the amulet "Adiqejagh" {-Tele rPois Regen+ Str+3} (You found it on level 16 of a ziggurat)
356254 | Zig:16   | Got a shimmering marble ring
356255 | Zig:16   | Identified the ring "Tuig" {rElec Str+4 Dex+2 Slay+3 Stlth-} (You found it on level 16 of a ziggurat)
356263 | Zig:16   | Got a sparkling turquoise ring
356264 | Zig:16   | Identified the ring "Dawiklir" {Ice rPois Str-2 Dex+2} (You found it on level 16 of a ziggurat)
356270 | Zig:16   | Got a translucent lead amulet
356271 | Zig:16   | Identified the amulet "Dankypn" {MR- Regen+ Int+3 SInv} (You found it on level 16 of a ziggurat)
356315 | Zig:17   | Entered Level 17 of a ziggurat
356315 | Zig:17   | Noticed a juggernaut
356315 | Zig:17   | Noticed a juggernaut
356315 | Zig:17   | Noticed a juggernaut
356315 | Zig:17   | Noticed a juggernaut
356315 | Zig:17   | Noticed a juggernaut
356315 | Zig:17   | Noticed a juggernaut
356315 | Zig:17   | Noticed a juggernaut
356315 | Zig:17   | Noticed a juggernaut
356315 | Zig:17   | Noticed a juggernaut
356315 | Zig:17   | Noticed a juggernaut
356315 | Zig:17   | Noticed a juggernaut
356315 | Zig:17   | Noticed a juggernaut
356315 | Zig:17   | Noticed a juggernaut
356315 | Zig:17   | Noticed a juggernaut
356315 | Zig:17   | Noticed a juggernaut
356315 | Zig:17   | Noticed a juggernaut
356318 | Zig:17   | Noticed a juggernaut
356318 | Zig:17   | Noticed a juggernaut
356318 | Zig:17   | Noticed a juggernaut
356318 | Zig:17   | Noticed a juggernaut
356318 | Zig:17   | Noticed a juggernaut
356318 | Zig:17   | Noticed a juggernaut
356322 | Zig:17   | Killed a juggernaut
356322 | Zig:17   | Killed a juggernaut
356322 | Zig:17   | Killed a juggernaut
356322 | Zig:17   | Killed a juggernaut
356322 | Zig:17   | Killed a juggernaut
356322 | Zig:17   | Killed a juggernaut
356322 | Zig:17   | Killed a juggernaut
356322 | Zig:17   | Killed a juggernaut
356322 | Zig:17   | Killed a juggernaut
356322 | Zig:17   | Killed a juggernaut
356322 | Zig:17   | Killed a juggernaut
356322 | Zig:17   | Killed a juggernaut
356322 | Zig:17   | Killed a juggernaut
356322 | Zig:17   | Killed a juggernaut
356322 | Zig:17   | Killed a juggernaut
356322 | Zig:17   | Killed a juggernaut
356322 | Zig:17   | Killed a juggernaut
356322 | Zig:17   | Killed a juggernaut
356322 | Zig:17   | Killed a juggernaut
356322 | Zig:17   | Killed a juggernaut
356322 | Zig:17   | Killed a juggernaut
356322 | Zig:17   | Killed a juggernaut
356323 | Zig:17   | Noticed a juggernaut
356323 | Zig:17   | Noticed a juggernaut
356323 | Zig:17   | Noticed a juggernaut
356323 | Zig:17   | Noticed a juggernaut
356323 | Zig:17   | Noticed a juggernaut
356323 | Zig:17   | Noticed a juggernaut
356324 | Zig:17   | Noticed a juggernaut
356324 | Zig:17   | Noticed a juggernaut
356324 | Zig:17   | Noticed a juggernaut
356324 | Zig:17   | Noticed a juggernaut
356324 | Zig:17   | Noticed a juggernaut
356324 | Zig:17   | Noticed a juggernaut
356325 | Zig:17   | Noticed a juggernaut
356325 | Zig:17   | Noticed a juggernaut
356325 | Zig:17   | Noticed a juggernaut
356327 | Zig:17   | Noticed a juggernaut
356327 | Zig:17   | Noticed a juggernaut
356328 | Zig:17   | Noticed a juggernaut
356329 | Zig:17   | Noticed a juggernaut
356330 | Zig:17   | Noticed a juggernaut
356331 | Zig:17   | Noticed a juggernaut
356332 | Zig:17   | Killed a juggernaut
356332 | Zig:17   | Killed a juggernaut
356332 | Zig:17   | Killed a juggernaut
356332 | Zig:17   | Killed a juggernaut
356332 | Zig:17   | Killed a juggernaut
356332 | Zig:17   | Killed a juggernaut
356332 | Zig:17   | Killed a juggernaut
356332 | Zig:17   | Killed a juggernaut
356332 | Zig:17   | Killed a juggernaut
356332 | Zig:17   | Killed a juggernaut
356332 | Zig:17   | Killed a juggernaut
356332 | Zig:17   | Killed a juggernaut
356332 | Zig:17   | Killed a juggernaut
356332 | Zig:17   | Killed a juggernaut
356332 | Zig:17   | Killed a juggernaut
356332 | Zig:17   | Killed a juggernaut
356332 | Zig:17   | Killed a juggernaut
356332 | Zig:17   | Killed a juggernaut
356333 | Zig:17   | Noticed a juggernaut
356333 | Zig:17   | Noticed a juggernaut
356333 | Zig:17   | Noticed a juggernaut
356334 | Zig:17   | Noticed a juggernaut
356334 | Zig:17   | Noticed a juggernaut
356334 | Zig:17   | Noticed a juggernaut
356338 | Zig:17   | Noticed a juggernaut
356338 | Zig:17   | Noticed a juggernaut
356338 | Zig:17   | Noticed a juggernaut
356341 | Zig:17   | Noticed a juggernaut
356342 | Zig:17   | Noticed a juggernaut
356343 | Zig:17   | Noticed a juggernaut
356343 | Zig:17   | Noticed a juggernaut
356343 | Zig:17   | Noticed a juggernaut
356343 | Zig:17   | Noticed a juggernaut
356344 | Zig:17   | Noticed a juggernaut
356344 | Zig:17   | Killed a juggernaut
356344 | Zig:17   | Killed a juggernaut
356346 | Zig:17   | Noticed a juggernaut
356346 | Zig:17   | Killed a juggernaut
356347 | Zig:17   | Noticed a juggernaut
356348 | Zig:17   | Killed a juggernaut
356349 | Zig:17   | Noticed a juggernaut
356350 | Zig:17   | Noticed a juggernaut
356350 | Zig:17   | Noticed a juggernaut
356350 | Zig:17   | Killed a juggernaut
356350 | Zig:17   | Killed a juggernaut
356350 | Zig:17   | Killed a juggernaut
356350 | Zig:17   | Killed a juggernaut
356350 | Zig:17   | Killed a juggernaut
356350 | Zig:17   | Killed a juggernaut
356350 | Zig:17   | Killed a juggernaut
356350 | Zig:17   | Killed a juggernaut
356350 | Zig:17   | Killed a juggernaut
356350 | Zig:17   | Killed a juggernaut
356350 | Zig:17   | Killed a juggernaut
356350 | Zig:17   | Killed a juggernaut
356350 | Zig:17   | Killed a juggernaut
356350 | Zig:17   | Killed a juggernaut
356350 | Zig:17   | Killed a juggernaut
356350 | Zig:17   | Killed a juggernaut
356350 | Zig:17   | Killed a juggernaut
356351 | Zig:17   | Noticed a juggernaut
356351 | Zig:17   | Noticed a juggernaut
356351 | Zig:17   | Noticed a juggernaut
356351 | Zig:17   | Noticed a juggernaut
356352 | Zig:17   | Noticed a juggernaut
356352 | Zig:17   | Noticed a juggernaut
356352 | Zig:17   | Noticed a juggernaut
356352 | Zig:17   | Noticed a juggernaut
356352 | Zig:17   | Noticed a juggernaut
356352 | Zig:17   | Noticed a juggernaut
356353 | Zig:17   | Noticed a juggernaut
356353 | Zig:17   | Noticed a juggernaut
356353 | Zig:17   | Noticed a juggernaut
356356 | Zig:17   | Noticed a juggernaut
356357 | Zig:17   | Noticed a juggernaut
356358 | Zig:17   | Noticed a juggernaut
356359 | Zig:17   | Killed a juggernaut
356359 | Zig:17   | Killed a juggernaut
356359 | Zig:17   | Killed a juggernaut
356359 | Zig:17   | Killed a juggernaut
356359 | Zig:17   | Killed a juggernaut
356359 | Zig:17   | Killed a juggernaut
356359 | Zig:17   | Killed a juggernaut
356359 | Zig:17   | Killed a juggernaut
356359 | Zig:17   | Killed a juggernaut
356359 | Zig:17   | Killed a juggernaut
356359 | Zig:17   | Killed a juggernaut
356359 | Zig:17   | Killed a juggernaut
356359 | Zig:17   | Killed a juggernaut
356359 | Zig:17   | Killed a juggernaut
356359 | Zig:17   | Killed a juggernaut
356359 | Zig:17   | Killed a juggernaut
356359 | Zig:17   | Killed a juggernaut
356360 | Zig:17   | Noticed a juggernaut
356360 | Zig:17   | Noticed a juggernaut
356360 | Zig:17   | Noticed a juggernaut
356360 | Zig:17   | Noticed a juggernaut
356361 | Zig:17   | Noticed a juggernaut
356362 | Zig:17   | Noticed a juggernaut
356363 | Zig:17   | Noticed a juggernaut
356363 | Zig:17   | Noticed a juggernaut
356364 | Zig:17   | Noticed a juggernaut
356365 | Zig:17   | Noticed a juggernaut
356365 | Zig:17   | Noticed a juggernaut
356368 | Zig:17   | Killed a juggernaut
356372 | Zig:17   | Killed a juggernaut
356372 | Zig:17   | Killed a juggernaut
356372 | Zig:17   | Killed a juggernaut
356372 | Zig:17   | Killed a juggernaut
356372 | Zig:17   | Killed a juggernaut
356372 | Zig:17   | Killed a juggernaut
356372 | Zig:17   | Killed a juggernaut
356372 | Zig:17   | Killed a juggernaut
356372 | Zig:17   | Killed a juggernaut
356372 | Zig:17   | Killed a juggernaut
356372 | Zig:17   | Killed a juggernaut
356372 | Zig:17   | Killed a juggernaut
356414 | Zig:17   | Got a slimy amber ring
356417 | Zig:17   | Identified the ring "Alasecuh" {Ice rElec rN+} (You found it on level 17 of a ziggurat)
356443 | Zig:17   | Got a brightly glowing brass ring
356444 | Zig:17   | Identified the ring of Symmetry {*Tele MR+ Int+2 Dex-5 SInv} (You found it on level 17 of a ziggurat)
356452 | Zig:17   | Got a fine ivory ring
356453 | Zig:17   | Identified the ring "Qehymyru" {*Slow +Blink MR- AC+3 Dex+8} (You found it on level 17 of a ziggurat)
356671 | Zig:17   | Got a pitted lapis lazuli ring
356672 | Zig:17   | Identified the ring of Jevob {Int+2 Stlth-} (You found it on level 17 of a ziggurat)
356678 | Zig:17   | Got a glittering jade amulet
356679 | Zig:17   | Identified the amulet "Edghuzeo" {RegenMP rN+} (You found it on level 17 of a ziggurat)
356714 | Zig:18   | Entered Level 18 of a ziggurat
356714 | Zig:18   | Noticed Xuamiosh the pandemonium lord
356714 | Zig:18   | Noticed Muddisom the pandemonium lord
356714 | Zig:18   | Noticed Lyawke the pandemonium lord
356714 | Zig:18   | Noticed Owucut the pandemonium lord
356714 | Zig:18   | Noticed Pofobaa the pandemonium lord
356714 | Zig:18   | Noticed Heor the pandemonium lord
356714 | Zig:18   | Noticed Pecer the pandemonium lord
356714 | Zig:18   | Noticed Beim the pandemonium lord
356714 | Zig:18   | Noticed Lurche the pandemonium lord
356714 | Zig:18   | Noticed Umytsa the pandemonium lord
356714 | Zig:18   | Noticed Enaug the pandemonium lord
356714 | Zig:18   | Noticed Qutzem the pandemonium lord
356714 | Zig:18   | Noticed Niopie the pandemonium lord
356714 | Zig:18   | Noticed Mealezot the pandemonium lord
356714 | Zig:18   | Noticed Xaveheeg the pandemonium lord
356714 | Zig:18   | Noticed Mug Fiodgh the pandemonium lord
356714 | Zig:18   | Noticed Qoocwuen the pandemonium lord
356714 | Zig:18   | Noticed Boriach the pandemonium lord
356714 | Zig:18   | Noticed Ewel the pandemonium lord
356714 | Zig:18   | Noticed Unuxedo the pandemonium lord
356714 | Zig:18   | Noticed Xoatuemocw the pandemonium lord
356714 | Zig:18   | Noticed Hysh the pandemonium lord
356714 | Zig:18   | Noticed Mirukeas the pandemonium lord
356714 | Zig:18   | Noticed Qokkarph the pandemonium lord
356714 | Zig:18   | Noticed Dofot the pandemonium lord
356714 | Zig:18   | Noticed Toul Ori the pandemonium lord
356714 | Zig:18   | Noticed Ylun the pandemonium lord
356714 | Zig:18   | Noticed Zejekow the pandemonium lord
356714 | Zig:18   | Noticed Gabeukuo the pandemonium lord
356714 | Zig:18   | Noticed Nodesk the pandemonium lord
356714 | Zig:18   | Noticed Ogyanedwitz the pandemonium lord
356714 | Zig:18   | Noticed Doratata the pandemonium lord
356714 | Zig:18   | Noticed Ninich the pandemonium lord
356714 | Zig:18   | Noticed Wifimext the pandemonium lord
356714 | Zig:18   | Noticed Quatsig the pandemonium lord
356714 | Zig:18   | Noticed Amum the pandemonium lord
356714 | Zig:18   | Noticed Jateis the pandemonium lord
356714 | Zig:18   | Noticed Luaxtel the pandemonium lord
356714 | Zig:18   | Noticed Gesen the pandemonium lord
356714 | Zig:18   | Noticed Kaugul the pandemonium lord
356716 | Zig:18   | Noticed Peoruos the pandemonium lord
356716 | Zig:18   | Killed Muddisom the pandemonium lord
356717 | Zig:18   | Noticed Noreum the pandemonium lord
356717 | Zig:18   | Noticed Roeceas the pandemonium lord
356717 | Zig:18   | Noticed Kiqo the pandemonium lord
356717 | Zig:18   | Killed Jateis the pandemonium lord
356718 | Zig:18   | Noticed Dub Patu the pandemonium lord
356718 | Zig:18   | Noticed Joavvaij the pandemonium lord
356718 | Zig:18   | Killed Quatsig the pandemonium lord
356718 | Zig:18   | Killed Xoatuemocw the pandemonium lord
356718 | Zig:18   | Killed Qokkarph the pandemonium lord
356718 | Zig:18   | Killed Pofobaa the pandemonium lord
356719 | Zig:18   | Killed Gesen the pandemonium lord
356719 | Zig:18   | Killed Pecer the pandemonium lord
356719 | Zig:18   | Killed Zejekow the pandemonium lord
356719 | Zig:18   | Killed Luaxtel the pandemonium lord
356719 | Zig:18   | Killed Mirukeas the pandemonium lord
356719 | Zig:18   | Killed Doratata the pandemonium lord
356719 | Zig:18   | Killed Nodesk the pandemonium lord
356720 | Zig:18   | Noticed Saxt the pandemonium lord
356720 | Zig:18   | Noticed Xotoat the pandemonium lord
356720 | Zig:18   | Noticed Ifowak the pandemonium lord
356720 | Zig:18   | Noticed Jerri the pandemonium lord
356720 | Zig:18   | Killed Kaugul the pandemonium lord
356720 | Zig:18   | Killed Amum the pandemonium lord
356720 | Zig:18   | Killed Hysh the pandemonium lord
356720 | Zig:18   | Killed Ewel the pandemonium lord
356720 | Zig:18   | Killed Gabeukuo the pandemonium lord
356720 | Zig:18   | Killed Ogyanedwitz the pandemonium lord
356721 | Zig:18   | Noticed Opywock the pandemonium lord
356721 | Zig:18   | Noticed Riejuw the pandemonium lord
356721 | Zig:18   | Noticed Hog Xece the pandemonium lord
356721 | Zig:18   | Noticed Napp the pandemonium lord
356721 | Zig:18   | Noticed Rahiba the pandemonium lord
356721 | Zig:18   | Killed Lyawke the pandemonium lord
356721 | Zig:18   | Killed Dofot the pandemonium lord
356721 | Zig:18   | Killed Wifimext the pandemonium lord
356721 | Zig:18   | Killed Mug Fiodgh the pandemonium lord
356722 | Zig:18   | Noticed Rak Fuoh the pandemonium lord
356722 | Zig:18   | Noticed Zyaneug the pandemonium lord
356722 | Zig:18   | Killed Toul Ori the pandemonium lord
356722 | Zig:18   | Killed Ninich the pandemonium lord
356722 | Zig:18   | Killed Boriach the pandemonium lord
356722 | Zig:18   | Killed Kiqo the pandemonium lord
356722 | Zig:18   | Killed Heor the pandemonium lord
356723 | Zig:18   | Noticed Vin Yrosu the pandemonium lord
356723 | Zig:18   | Noticed Soceuhav the pandemonium lord
356723 | Zig:18   | Noticed Gyujemon the pandemonium lord
356723 | Zig:18   | Noticed Urroupai the pandemonium lord
356723 | Zig:18   | Noticed Diuvverr the pandemonium lord
356723 | Zig:18   | Noticed Huivi the pandemonium lord
356723 | Zig:18   | Noticed Getas the pandemonium lord
356723 | Zig:18   | Noticed Sufoc the pandemonium lord
356724 | Zig:18   | Noticed Uskac the pandemonium lord
356724 | Zig:18   | Noticed Netal the pandemonium lord
356725 | Zig:18   | Noticed Baigap the pandemonium lord
356725 | Zig:18   | Noticed Ryid the pandemonium lord
356725 | Zig:18   | Noticed Mideloem the pandemonium lord
356725 | Zig:18   | Noticed Ruigea the pandemonium lord
356725 | Zig:18   | Noticed Daafoz the pandemonium lord
356725 | Zig:18   | Noticed Deised the pandemonium lord
356726 | Zig:18   | Noticed Zashrigg the pandemonium lord
356726 | Zig:18   | Killed Qoocwuen the pandemonium lord
356727 | Zig:18   | Killed Qutzem the pandemonium lord
356728 | Zig:18   | Noticed Puluinad the pandemonium lord
356728 | Zig:18   | Killed Mealezot the pandemonium lord
356728 | Zig:18   | Killed Enaug the pandemonium lord
356728 | Zig:18   | Killed Ifowak the pandemonium lord
356728 | Zig:18   | Killed Unuxedo the pandemonium lord
356728 | Zig:18   | Killed Niopie the pandemonium lord
356728 | Zig:18   | Killed Roeceas the pandemonium lord
356728 | Zig:18   | Killed Beim the pandemonium lord
356729 | Zig:18   | Noticed Roirrao the pandemonium lord
356729 | Zig:18   | Noticed Naoxzivoxt the pandemonium lord
356729 | Zig:18   | Noticed Ceviri the pandemonium lord
356729 | Zig:18   | Noticed Feywn the pandemonium lord
356729 | Zig:18   | Noticed Xyde Ziafe the pandemonium lord
356729 | Zig:18   | Noticed Jupsits the pandemonium lord
356729 | Zig:18   | Killed Zyaneug the pandemonium lord
356730 | Zig:18   | Noticed Goumev the pandemonium lord
356730 | Zig:18   | Noticed Ifraofac the pandemonium lord
356730 | Zig:18   | Killed Xuamiosh the pandemonium lord
356731 | Zig:18   | Noticed Ajiutt the pandemonium lord
356732 | Zig:18   | Noticed Asannusk the pandemonium lord
356734 | Zig:18   | Killed Umytsa the pandemonium lord
356736 | Zig:18   | Noticed Ixtuenusch the pandemonium lord
356736 | Zig:18   | Killed Huivi the pandemonium lord
356738 | Zig:18   | Noticed Jiwnal the pandemonium lord
356738 | Zig:18   | Killed Ruigea the pandemonium lord
356738 | Zig:18   | Killed Saxt the pandemonium lord
356739 | Zig:18   | Killed Ajiutt the pandemonium lord
356740 | Zig:18   | Killed Rahiba the pandemonium lord
356740 | Zig:18   | Killed Xotoat the pandemonium lord
356740 | Zig:18   | Killed Xyde Ziafe the pandemonium lord
356741 | Zig:18   | Noticed Bypiut the pandemonium lord
356741 | Zig:18   | Killed Noreum the pandemonium lord
356742 | Zig:18   | Noticed Hasem the pandemonium lord
356742 | Zig:18   | Killed Goumev the pandemonium lord
356742 | Zig:18   | Killed Urroupai the pandemonium lord
356742 | Zig:18   | Killed Mideloem the pandemonium lord
356742 | Zig:18   | Killed Dub Patu the pandemonium lord
356742 | Zig:18   | Killed Peoruos the pandemonium lord
356743 | Zig:18   | Noticed Fenurops the pandemonium lord
356743 | Zig:18   | Killed Ceviri the pandemonium lord
356743 | Zig:18   | Killed Uskac the pandemonium lord
356743 | Zig:18   | Killed Daafoz the pandemonium lord
356743 | Zig:18   | Killed Jerri the pandemonium lord
356743 | Zig:18   | Killed Xaveheeg the pandemonium lord
356743 | Zig:18   | Killed Naoxzivoxt the pandemonium lord
356744 | Zig:18   | Noticed Wuif Ywu the pandemonium lord
356744 | Zig:18   | Noticed Diocuiq the pandemonium lord
356744 | Zig:18   | Noticed Viroboik the pandemonium lord
356744 | Zig:18   | Killed Netal the pandemonium lord
356744 | Zig:18   | Killed Lurche the pandemonium lord
356744 | Zig:18   | Killed Hog Xece the pandemonium lord
356744 | Zig:18   | Killed Napp the pandemonium lord
356744 | Zig:18   | Killed Hasem the pandemonium lord
356744 | Zig:18   | Killed Safusy the pandemonium lord
356744 | Zig:18   | Killed Ixtuenusch the pandemonium lord
356744 | Zig:18   | Killed Getas the pandemonium lord
356744 | Zig:18   | Killed Vin Yrosu the pandemonium lord
356744 | Zig:18   | Killed Ifraofac the pandemonium lord
356744 | Zig:18   | Killed Deised the pandemonium lord
356744 | Zig:18   | Killed Sufoc the pandemonium lord
356744 | Zig:18   | Killed Riejuw the pandemonium lord
356744 | Zig:18   | Killed Joavvaij the pandemonium lord
356745 | Zig:18   | Noticed Noshrek the pandemonium lord
356745 | Zig:18   | Noticed Dofuq the pandemonium lord
356745 | Zig:18   | Noticed Ehelicad the pandemonium lord
356745 | Zig:18   | Noticed Zyirus the pandemonium lord
356745 | Zig:18   | Noticed Veiduff the pandemonium lord
356745 | Zig:18   | Killed Opywock the pandemonium lord
356745 | Zig:18   | Killed Zashrigg the pandemonium lord
356745 | Zig:18   | Killed Asannusk the pandemonium lord
356745 | Zig:18   | Killed Veiduff the pandemonium lord
356746 | Zig:18   | Noticed Toun the pandemonium lord
356746 | Zig:18   | Noticed Xeawn the pandemonium lord
356746 | Zig:18   | Noticed Girum the pandemonium lord
356746 | Zig:18   | Noticed Gor Lihi the pandemonium lord
356746 | Zig:18   | Noticed Parphaamn the pandemonium lord
356746 | Zig:18   | Killed Roirrao the pandemonium lord
356748 | Zig:18   | Noticed Bawyije the pandemonium lord
356750 | Zig:18   | Noticed Annaxeuh the pandemonium lord
356750 | Zig:18   | Killed Owucut the pandemonium lord
356752 | Zig:18   | Noticed Zeituz the pandemonium lord
356752 | Zig:18   | Killed Girum the pandemonium lord
356753 | Zig:18   | Noticed Vig Wyhy the pandemonium lord
356753 | Zig:18   | Noticed Vurih the pandemonium lord
356754 | Zig:18   | Noticed Weomorph the pandemonium lord
356754 | Zig:18   | Noticed Reavaph the pandemonium lord
356754 | Zig:18   | Noticed Caleub the pandemonium lord
356755 | Zig:18   | Noticed Tepoytz the pandemonium lord
356756 | Zig:18   | Noticed Coukixet the pandemonium lord
356758 | Zig:18   | Noticed Temehad the pandemonium lord
356758 | Zig:18   | Noticed Igir the pandemonium lord
356760 | Zig:18   | Killed Baigap the pandemonium lord
356761 | Zig:18   | Noticed Xios the pandemonium lord
356762 | Zig:18   | Noticed Oxoitoit the pandemonium lord
356762 | Zig:18   | Killed Ryid the pandemonium lord
356762 | Zig:18   | Killed Wuif Ywu the pandemonium lord
356763 | Zig:18   | Killed Fenurops the pandemonium lord
356764 | Zig:18   | Noticed Docam the pandemonium lord
356764 | Zig:18   | Noticed Roczas the pandemonium lord
356764 | Zig:18   | Noticed Ciuqitwu the pandemonium lord
356764 | Zig:18   | Noticed Loet the pandemonium lord
356764 | Zig:18   | Noticed Sadagall the pandemonium lord
356765 | Zig:18   | Noticed Hekhiusote the pandemonium lord
356765 | Zig:18   | Noticed Taibatwe the pandemonium lord
356765 | Zig:18   | Noticed Uwuysch the pandemonium lord
356766 | Zig:18   | Noticed Umuf Dimn the pandemonium lord
356766 | Zig:18   | Noticed Aqasaxiu the pandemonium lord
356766 | Zig:18   | Noticed Biubeih the pandemonium lord
356766 | Zig:18   | Noticed Zapsusah the pandemonium lord
356766 | Zig:18   | Noticed Kuomo the pandemonium lord
356766 | Zig:18   | Noticed Gefeeq the pandemonium lord
356767 | Zig:18   | Noticed Gowosa the pandemonium lord
356768 | Zig:18   | Killed Bypiut the pandemonium lord
356769 | Zig:18   | Noticed Gielet the pandemonium lord
356769 | Zig:18   | Noticed Ninuetz the pandemonium lord
356769 | Zig:18   | Noticed Yveistol the pandemonium lord
356769 | Zig:18   | Killed Diocuiq the pandemonium lord
356769 | Zig:18   | Killed Ehelicad the pandemonium lord
356769 | Zig:18   | Killed Annaxeuh the pandemonium lord
356770 | Zig:18   | Killed Coukixet the pandemonium lord
356771 | Zig:18   | Noticed Liymon the pandemonium lord
356771 | Zig:18   | Noticed Etweh the pandemonium lord
356771 | Zig:18   | Noticed Nikoehar the pandemonium lord
356771 | Zig:18   | Noticed Hoingigo the pandemonium lord
356771 | Zig:18   | Noticed Liaryuf the pandemonium lord
356771 | Zig:18   | Noticed Zaptun the pandemonium lord
356771 | Zig:18   | Noticed Vuha the pandemonium lord
356771 | Zig:18   | Killed Jiwnal the pandemonium lord
356772 | Zig:18   | Noticed Rapn the pandemonium lord
356772 | Zig:18   | Noticed Keridgh the pandemonium lord
356772 | Zig:18   | Noticed Wuntuxt the pandemonium lord
356772 | Zig:18   | Noticed Romew the pandemonium lord
356772 | Zig:18   | Noticed Xaumiyxt the pandemonium lord
356772 | Zig:18   | Noticed Wekeikao the pandemonium lord
356772 | Zig:18   | Killed Jupsits the pandemonium lord
356772 | Zig:18   | Killed Bawyije the pandemonium lord
356772 | Zig:18   | Killed Noshrek the pandemonium lord
356772 | Zig:18   | Killed Ylun the pandemonium lord
356773 | Zig:18   | Noticed Onih the pandemonium lord
356773 | Zig:18   | Killed Viroboik the pandemonium lord
356774 | Zig:18   | Killed Zyirus the pandemonium lord
356774 | Zig:18   | Killed Vig Wyhy the pandemonium lord
356774 | Zig:18   | Killed Nikoehar the pandemonium lord
356774 | Zig:18   | Killed Puluinad the pandemonium lord
356774 | Zig:18   | Killed Oxoitoit the pandemonium lord
356774 | Zig:18   | Killed Docam the pandemonium lord
356774 | Zig:18   | Killed Aqasaxiu the pandemonium lord
356774 | Zig:18   | Killed Temehad the pandemonium lord
356774 | Zig:18   | Cast into level 5 of the Abyss (Xeawn)
356774 | Abyss:5  | Entered Level 5 of the Abyss
356997 | Abyss:5  | Paralysed by accursed screaming for 1 turns
357012 | Zig:18   | Escaped the Abyss
357013 | Zig:18   | Noticed Cohoisko the pandemonium lord
357014 | Zig:18   | Noticed Ali Waeh the pandemonium lord
357014 | Zig:18   | Noticed Zaihofe the pandemonium lord
357016 | Zig:18   | Noticed Tovad the pandemonium lord
357016 | Zig:18   | Noticed Vaecuar the pandemonium lord
357018 | Zig:18   | Killed Gor Lihi the pandemonium lord
357018 | Zig:18   | Killed Wekeikao the pandemonium lord
357019 | Zig:18   | Noticed Uruaq the pandemonium lord
357019 | Zig:18   | Noticed Fuick the pandemonium lord
357019 | Zig:18   | Killed Weomorph the pandemonium lord
357019 | Zig:18   | Killed Tepoytz the pandemonium lord
357019 | Zig:18   | Killed Igir the pandemonium lord
357020 | Zig:18   | Killed Fuick the pandemonium lord
357020 | Zig:18   | Killed Zeituz the pandemonium lord
357021 | Zig:18   | Noticed Buiczihi the pandemonium lord
357021 | Zig:18   | Noticed Putz the pandemonium lord
357021 | Zig:18   | Killed Romew the pandemonium lord
357021 | Zig:18   | Killed Wuntuxt the pandemonium lord
357021 | Zig:18   | Killed Tovad the pandemonium lord
357021 | Zig:18   | Killed Yveistol the pandemonium lord
357021 | Zig:18   | Killed Taibatwe the pandemonium lord
357021 | Zig:18   | Killed Xios the pandemonium lord
357021 | Zig:18   | Killed Onih the pandemonium lord
357021 | Zig:18   | Killed Zapsusah the pandemonium lord
357021 | Zig:18   | Killed Loet the pandemonium lord
357021 | Zig:18   | Killed Ciuqitwu the pandemonium lord
357021 | Zig:18   | Killed Diuvverr the pandemonium lord
357021 | Zig:18   | Killed Vuha the pandemonium lord
357022 | Zig:18   | Noticed Iricryol the pandemonium lord
357022 | Zig:18   | Noticed Ityth the pandemonium lord
357023 | Zig:18   | Noticed Cuheask the pandemonium lord
357024 | Zig:18   | Noticed Nevuine Celu the pandemonium lord
357024 | Zig:18   | Noticed Nietik the pandemonium lord
357024 | Zig:18   | Noticed Fips the pandemonium lord
357024 | Zig:18   | Noticed Faisazye the pandemonium lord
357024 | Zig:18   | Noticed Jeno the pandemonium lord
357027 | Zig:18   | Noticed Muoreli the pandemonium lord
357028 | Zig:18   | Noticed Kinwucit the pandemonium lord
357028 | Zig:18   | Noticed Bilas the pandemonium lord
357028 | Zig:18   | Killed Liaryuf the pandemonium lord
357028 | Zig:18   | Killed Liymon the pandemonium lord
357028 | Zig:18   | Killed Gyujemon the pandemonium lord
357028 | Zig:18   | Killed Biubeih the pandemonium lord
357029 | Zig:18   | Noticed Etabb the pandemonium lord
357030 | Zig:18   | Noticed Xikenk the pandemonium lord
357030 | Zig:18   | Noticed Pemif the pandemonium lord
357030 | Zig:18   | Killed Xaumiyxt the pandemonium lord
357030 | Zig:18   | Killed Umuf Dimn the pandemonium lord
357030 | Zig:18   | Killed Vurih the pandemonium lord
357031 | Zig:18   | Noticed Deap the pandemonium lord
357032 | Zig:18   | Noticed Konuhyt the pandemonium lord
357032 | Zig:18   | Noticed Ymi Ysam the pandemonium lord
357032 | Zig:18   | Killed Zaihofe the pandemonium lord
357032 | Zig:18   | Killed Uwuysch the pandemonium lord
357033 | Zig:18   | Noticed Vast the pandemonium lord
357035 | Zig:18   | Noticed Quobagak the pandemonium lord
357035 | Zig:18   | Killed Gowosa the pandemonium lord
357035 | Zig:18   | Killed Rapn the pandemonium lord
357035 | Zig:18   | Killed Jeno the pandemonium lord
357035 | Zig:18   | Killed Parphaamn the pandemonium lord
357035 | Zig:18   | Killed Bilas the pandemonium lord
357035 | Zig:18   | Killed Vaecuar the pandemonium lord
357037 | Zig:18   | Noticed Zinarumn the pandemonium lord
357037 | Zig:18   | Noticed Cungous the pandemonium lord
357037 | Zig:18   | Killed Feywn the pandemonium lord
357038 | Zig:18   | Noticed Kahyoros the pandemonium lord
357038 | Zig:18   | Noticed Vonleet the pandemonium lord
357038 | Zig:18   | Noticed Zoduqut the pandemonium lord
357038 | Zig:18   | Killed Reavaph the pandemonium lord
357039 | Zig:18   | Noticed Plog the pandemonium lord
357039 | Zig:18   | Noticed Nounagos the pandemonium lord
357039 | Zig:18   | Noticed Odiwush the pandemonium lord
357039 | Zig:18   | Killed Zaptun the pandemonium lord
357039 | Zig:18   | Killed Pemif the pandemonium lord
357039 | Zig:18   | Killed Zinarumn the pandemonium lord
357039 | Zig:18   | Killed Muoreli the pandemonium lord
357039 | Zig:18   | Killed Cuheask the pandemonium lord
357040 | Zig:18   | Noticed Sixuarorr the pandemonium lord
357040 | Zig:18   | Noticed Wakaigra the pandemonium lord
357040 | Zig:18   | Noticed Jeiptosh the pandemonium lord
357040 | Zig:18   | Noticed Axyeri the pandemonium lord
357040 | Zig:18   | Noticed Bysurph the pandemonium lord
357040 | Zig:18   | Noticed Zeziaxon the pandemonium lord
357040 | Zig:18   | Noticed Puiset the pandemonium lord
357040 | Zig:18   | Noticed Qiuc the pandemonium lord
357040 | Zig:18   | Noticed Xeatiuc the pandemonium lord
357040 | Zig:18   | Noticed Zas Surr the pandemonium lord
357040 | Zig:18   | Killed Toun the pandemonium lord
357043 | Zig:18   | Killed Nevuine Celu the pandemonium lord
357044 | Zig:18   | Killed Kinwucit the pandemonium lord
357045 | Zig:18   | Killed Xeawn the pandemonium lord
357045 | Zig:18   | Killed Buiczihi the pandemonium lord
357045 | Zig:18   | Killed Putz the pandemonium lord
357046 | Zig:18   | Killed Etweh the pandemonium lord
357046 | Zig:18   | Killed Ymi Ysam the pandemonium lord
357047 | Zig:18   | Noticed Kaafir the pandemonium lord
357048 | Zig:18   | Killed Xikenk the pandemonium lord
357050 | Zig:18   | Noticed Taadan the pandemonium lord
357050 | Zig:18   | Noticed Gocaq the pandemonium lord
357050 | Zig:18   | Killed Dofuq the pandemonium lord
357051 | Zig:18   | Killed Keridgh the pandemonium lord
357051 | Zig:18   | Killed Fips the pandemonium lord
357055 | Zig:18   | Killed Ninuetz the pandemonium lord
357055 | Zig:18   | Killed Faisazye the pandemonium lord
357056 | Zig:18   | Noticed Peniulon the pandemonium lord
357056 | Zig:18   | Killed Odiwush the pandemonium lord
357056 | Zig:18   | Killed Iricryol the pandemonium lord
357056 | Zig:18   | Killed Cungous the pandemonium lord
357057 | Zig:18   | Noticed Gararph the pandemonium lord
357057 | Zig:18   | Noticed Dozopp the pandemonium lord
357057 | Zig:18   | Killed Cohoisko the pandemonium lord
357057 | Zig:18   | Killed Zoduqut the pandemonium lord
357057 | Zig:18   | Killed Taadan the pandemonium lord
357057 | Zig:18   | Killed Ityth the pandemonium lord
357058 | Zig:18   | Killed Vast the pandemonium lord
357058 | Zig:18   | Killed Etabb the pandemonium lord
357058 | Zig:18   | Killed Wakaigra the pandemonium lord
357059 | Zig:18   | Noticed Geiwawk the pandemonium lord
357059 | Zig:18   | Killed Kaafir the pandemonium lord
357059 | Zig:18   | Killed Roczas the pandemonium lord
357059 | Zig:18   | Killed Uruaq the pandemonium lord
357059 | Zig:18   | Killed Bysurph the pandemonium lord
357059 | Zig:18   | Killed Hoingigo the pandemonium lord
357059 | Zig:18   | Killed Ali Waeh the pandemonium lord
357059 | Zig:18   | Killed Peniulon the pandemonium lord
357059 | Zig:18   | Killed Zeziaxon the pandemonium lord
357059 | Zig:18   | Killed Plog the pandemonium lord
357059 | Zig:18   | Killed Nietik the pandemonium lord
357059 | Zig:18   | Noticed Boucaz the pandemonium lord
357059 | Zig:18   | Killed Axyeri the pandemonium lord
357060 | Zig:18   | Noticed Jorecziha the pandemonium lord
357060 | Zig:18   | Noticed Rotekiza the pandemonium lord
357060 | Zig:18   | Noticed Rerulunk the pandemonium lord
357060 | Zig:18   | Noticed Xeewi the pandemonium lord
357060 | Zig:18   | Noticed Zaudotis the pandemonium lord
357060 | Zig:18   | Noticed Vuwkaz the pandemonium lord
357060 | Zig:18   | Noticed Voolihism the pandemonium lord
357060 | Zig:18   | Noticed Gyottum the pandemonium lord
357060 | Zig:18   | Noticed Ubliext the pandemonium lord
357060 | Zig:18   | Noticed Oripam the pandemonium lord
357060 | Zig:18   | Noticed Ezxoomna the pandemonium lord
357060 | Zig:18   | Noticed Jechekk the pandemonium lord
357060 | Zig:18   | Noticed Caumam the pandemonium lord
357060 | Zig:18   | Noticed Asyn the pandemonium lord
357061 | Zig:18   | Killed Caleub the pandemonium lord
357061 | Zig:18   | Killed Soceuhav the pandemonium lord
357061 | Zig:18   | Killed Ubliext the pandemonium lord
357061 | Zig:18   | Killed Kahyoros the pandemonium lord
357061 | Zig:18   | Killed Rak Fuoh the pandemonium lord
357061 | Zig:18   | Killed Gocaq the pandemonium lord
357061 | Zig:18   | Killed Vonleet the pandemonium lord
357061 | Zig:18   | Killed Gefeeq the pandemonium lord
357061 | Zig:18   | Killed Quobagak the pandemonium lord
357061 | Zig:18   | Killed Gararph the pandemonium lord
357063 | Zig:18   | Noticed Laoryull the pandemonium lord
357064 | Zig:18   | Noticed Sileudgh the pandemonium lord
357068 | Zig:18   | Noticed Feusor the pandemonium lord
357068 | Zig:18   | Noticed Rebbeox the pandemonium lord
357068 | Zig:18   | Killed Asyn the pandemonium lord
357069 | Zig:18   | Killed Gielet the pandemonium lord
357069 | Zig:18   | Killed Puiset the pandemonium lord
357069 | Zig:18   | Killed Deap the pandemonium lord
357069 | Zig:18   | Killed Vuwkaz the pandemonium lord
357070 | Zig:18   | Noticed Esmif the pandemonium lord
357070 | Zig:18   | Noticed Jes Fena the pandemonium lord
357071 | Zig:18   | Noticed Curogol the pandemonium lord
357072 | Zig:18   | Noticed Pityatenn the pandemonium lord
357072 | Zig:18   | Killed Geiwawk the pandemonium lord
357072 | Zig:18   | Killed Jeiptosh the pandemonium lord
357072 | Zig:18   | Killed Jes Fena the pandemonium lord
357073 | Zig:18   | Noticed Oreytocs the pandemonium lord
357073 | Zig:18   | Noticed Urphutalu the pandemonium lord
357073 | Zig:18   | Noticed Onorez the pandemonium lord
357073 | Zig:18   | Noticed Zaam the pandemonium lord
357074 | Zig:18   | Noticed Ajasuxke the pandemonium lord
357074 | Zig:18   | Noticed Ippazag the pandemonium lord
357074 | Zig:18   | Killed Feusor the pandemonium lord
357074 | Zig:18   | Killed Esmif the pandemonium lord
357075 | Zig:18   | Noticed Kuonli the pandemonium lord
357075 | Zig:18   | Killed Rotekiza the pandemonium lord
357075 | Zig:18   | Killed Rerulunk the pandemonium lord
357075 | Zig:18   | Killed Sixuarorr the pandemonium lord
357075 | Zig:18   | Killed Sadagall the pandemonium lord
357076 | Zig:18   | Noticed Kean the pandemonium lord
357076 | Zig:18   | Noticed Jazu the pandemonium lord
357076 | Zig:18   | Killed Kuomo the pandemonium lord
357076 | Zig:18   | Killed Dozopp the pandemonium lord
357076 | Zig:18   | Killed Xeatiuc the pandemonium lord
357076 | Zig:18   | Killed Ezxoomna the pandemonium lord
357076 | Zig:18   | Killed Hekhiusote the pandemonium lord
357076 | Zig:18   | Killed Jechekk the pandemonium lord
357076 | Zig:18   | Killed Zaudotis the pandemonium lord
357076 | Zig:18   | Killed Sileudgh the pandemonium lord
357077 | Zig:18   | Noticed Tehepeh the pandemonium lord
357077 | Zig:18   | Noticed Pifev the pandemonium lord
357077 | Zig:18   | Killed Oripam the pandemonium lord
357078 | Zig:18   | Noticed Hihohid the pandemonium lord
357078 | Zig:18   | Killed Oreytocs the pandemonium lord
357079 | Zig:18   | Noticed Tuinug the pandemonium lord
357079 | Zig:18   | Killed Hihohid the pandemonium lord
357079 | Zig:18   | Killed Zas Surr the pandemonium lord
357079 | Zig:18   | Killed Pityatenn the pandemonium lord
357079 | Zig:18   | Killed Tehepeh the pandemonium lord
357079 | Zig:18   | Killed Curogol the pandemonium lord
357079 | Zig:18   | Killed Caumam the pandemonium lord
357079 | Zig:18   | Killed Qiuc the pandemonium lord
357079 | Zig:18   | Killed Voolihism the pandemonium lord
357079 | Zig:18   | Killed Jorecziha the pandemonium lord
357079 | Zig:18   | Killed Rebbeox the pandemonium lord
357079 | Zig:18   | Killed Nounagos the pandemonium lord
357080 | Zig:18   | Noticed Qypnount the pandemonium lord
357080 | Zig:18   | Noticed Hyores the pandemonium lord
357080 | Zig:18   | Noticed Ynoner the pandemonium lord
357080 | Zig:18   | Noticed Vosapsuv the pandemonium lord
357080 | Zig:18   | Killed Konuhyt the pandemonium lord
357080 | Zig:18   | Killed Urphutalu the pandemonium lord
357080 | Zig:18   | Killed Kuonli the pandemonium lord
357081 | Zig:18   | Noticed Qech the pandemonium lord
357081 | Zig:18   | Noticed Ilampus the pandemonium lord
357081 | Zig:18   | Noticed Pismutat the pandemonium lord
357081 | Zig:18   | Killed Laoryull the pandemonium lord
357081 | Zig:18   | Killed Tuinug the pandemonium lord
357081 | Zig:18   | Killed Jazu the pandemonium lord
357082 | Zig:18   | Noticed Cagrushro the pandemonium lord
357082 | Zig:18   | Noticed Sutek the pandemonium lord
357082 | Zig:18   | Noticed Koprei the pandemonium lord
357083 | Zig:18   | Noticed Nediyt the pandemonium lord
357083 | Zig:18   | Killed Zaam the pandemonium lord
357084 | Zig:18   | Noticed Pina Zi Toi the pandemonium lord
357085 | Zig:18   | Noticed Kixziv the pandemonium lord
357085 | Zig:18   | Noticed Forurhock the pandemonium lord
357085 | Zig:18   | Noticed Hunkaamn the pandemonium lord
357086 | Zig:18   | Noticed Rizybrim the pandemonium lord
357086 | Zig:18   | Killed Hunkaamn the pandemonium lord
357087 | Zig:18   | Noticed Uppu the pandemonium lord
357087 | Zig:18   | Noticed Alienon the pandemonium lord
357087 | Zig:18   | Killed Ajasuxke the pandemonium lord
357088 | Zig:18   | Noticed Osogoru the pandemonium lord
357088 | Zig:18   | Killed Vosapsuv the pandemonium lord
357089 | Zig:18   | Noticed Loguxech the pandemonium lord
357090 | Zig:18   | Noticed Xuidokk the pandemonium lord
357091 | Zig:18   | Noticed Roemu the pandemonium lord
357092 | Zig:18   | Killed Boucaz the pandemonium lord
357093 | Zig:18   | Noticed Ykiph the pandemonium lord
357093 | Zig:18   | Noticed Burec the pandemonium lord
357093 | Zig:18   | Killed Onorez the pandemonium lord
357094 | Zig:18   | Noticed Ezaoqaru the pandemonium lord
357094 | Zig:18   | Noticed Taligunk the pandemonium lord
357094 | Zig:18   | Noticed Goutur the pandemonium lord
357094 | Zig:18   | Killed Hyores the pandemonium lord
357094 | Zig:18   | Killed Xeewi the pandemonium lord
357094 | Zig:18   | Killed Kean the pandemonium lord
357095 | Zig:18   | Killed Roemu the pandemonium lord
357095 | Zig:18   | Killed Gyottum the pandemonium lord
357095 | Zig:18   | Killed Jiarorao the pandemonium lord
357096 | Zig:18   | Noticed Jistyco the pandemonium lord
357096 | Zig:18   | Noticed Riydikek the pandemonium lord
357096 | Zig:18   | Killed Pina Zi Toi the pandemonium lord
357096 | Zig:18   | Killed Koprei the pandemonium lord
357096 | Zig:18   | Killed Pismutat the pandemonium lord
357097 | Zig:18   | Noticed Zeemycad the pandemonium lord
357098 | Zig:18   | Noticed Qakaigot the pandemonium lord
357098 | Zig:18   | Killed Forurhock the pandemonium lord
357098 | Zig:18   | Killed Ilampus the pandemonium lord
357100 | Zig:18   | Noticed Hicki the pandemonium lord
357101 | Zig:18   | Noticed Meyps the pandemonium lord
357101 | Zig:18   | Noticed Veinag the pandemonium lord
357104 | Zig:18   | Noticed Jinan the pandemonium lord
357104 | Zig:18   | Noticed Ovvan the pandemonium lord
357105 | Zig:18   | Noticed Duclaon the pandemonium lord
357105 | Zig:18   | Noticed Beato the pandemonium lord
357105 | Zig:18   | Killed Tecill the pandemonium lord
357105 | Zig:18   | Killed Taligunk the pandemonium lord
357105 | Zig:18   | Killed Tipte the pandemonium lord
357106 | Zig:18   | Killed Sutek the pandemonium lord
357106 | Zig:18   | Killed Riydikek the pandemonium lord
357106 | Zig:18   | Killed Loguxech the pandemonium lord
357106 | Zig:18   | Killed Alienon the pandemonium lord
357107 | Zig:18   | Noticed Tiucvy the pandemonium lord
357108 | Zig:18   | Noticed Ongal the pandemonium lord
357108 | Zig:18   | Killed Duclaon the pandemonium lord
357108 | Zig:18   | Killed Zeemycad the pandemonium lord
357108 | Zig:18   | Killed Ippazag the pandemonium lord
357108 | Zig:18   | Killed Nediyt the pandemonium lord
357108 | Zig:18   | Killed Qakaigot the pandemonium lord
357108 | Zig:18   | Killed Qypnount the pandemonium lord
357109 | Zig:18   | Noticed Vubafuah the pandemonium lord
357109 | Zig:18   | Noticed Cuaxeaq the pandemonium lord
357111 | Zig:18   | Noticed Boif the pandemonium lord
357112 | Zig:18   | Killed Vubafuah the pandemonium lord
357113 | Zig:18   | Killed Ezaoqaru the pandemonium lord
357113 | Zig:18   | Killed Qech the pandemonium lord
357114 | Zig:18   | Noticed Kufotyri the pandemonium lord
357115 | Zig:18   | Noticed Nuifyesu the pandemonium lord
357115 | Zig:18   | Noticed Innyhaax the pandemonium lord
357115 | Zig:18   | Noticed Buol the pandemonium lord
357115 | Zig:18   | Killed Hicki the pandemonium lord
357115 | Zig:18   | Killed Xuidokk the pandemonium lord
357115 | Zig:18   | Killed Pifev the pandemonium lord
357115 | Zig:18   | Killed Cagrushro the pandemonium lord
357115 | Zig:18   | Killed Veinag the pandemonium lord
357115 | Zig:18   | Killed Beato the pandemonium lord
357117 | Zig:18   | Killed Ynoner the pandemonium lord
357117 | Zig:18   | Killed Kixziv the pandemonium lord
357117 | Zig:18   | Killed Tiucvy the pandemonium lord
357118 | Zig:18   | Noticed Sautuk the pandemonium lord
357118 | Zig:18   | Killed Sautuk the pandemonium lord
357118 | Zig:18   | Killed Cuaxeaq the pandemonium lord
357118 | Zig:18   | Killed Buol the pandemonium lord
357118 | Zig:18   | Killed Ovvan the pandemonium lord
357119 | Zig:18   | Noticed Vomy the pandemonium lord
357119 | Zig:18   | Killed Ongal the pandemonium lord
357119 | Zig:18   | Killed Boif the pandemonium lord
357120 | Zig:18   | Noticed Naibbotukh the pandemonium lord
357120 | Zig:18   | Noticed Coakk the pandemonium lord
357120 | Zig:18   | Noticed Vemocs the pandemonium lord
357120 | Zig:18   | Killed Jinan the pandemonium lord
357120 | Zig:18   | Killed Meyps the pandemonium lord
357121 | Zig:18   | Killed Burec the pandemonium lord
357121 | Zig:18   | Killed Innyhaax the pandemonium lord
357121 | Zig:18   | Killed Jistyco the pandemonium lord
357121 | Zig:18   | Killed Vomy the pandemonium lord
357121 | Zig:18   | Killed Watt the pandemonium lord
357122 | Zig:18   | Noticed Lorainte the pandemonium lord
357122 | Zig:18   | Noticed Cuyrilyo the pandemonium lord
357122 | Zig:18   | Noticed Effic the pandemonium lord
357123 | Zig:18   | Noticed Cuxziax the pandemonium lord
357124 | Zig:18   | Noticed Wiych the pandemonium lord
357124 | Zig:18   | Noticed Duis the pandemonium lord
357125 | Zig:18   | Noticed Lip Guots the pandemonium lord
357125 | Zig:18   | Killed Effic the pandemonium lord
357126 | Zig:18   | Noticed Qennedod the pandemonium lord
357126 | Zig:18   | Noticed Utereq the pandemonium lord
357127 | Zig:18   | Noticed Emiav the pandemonium lord
357127 | Zig:18   | Noticed Womon the pandemonium lord
357127 | Zig:18   | Noticed Icyhe the pandemonium lord
357127 | Zig:18   | Noticed Umuiremoxt the pandemonium lord
357127 | Zig:18   | Noticed Dohosurch the pandemonium lord
357127 | Zig:18   | Noticed Vuakhyuh the pandemonium lord
357127 | Zig:18   | Killed Coakk the pandemonium lord
357127 | Zig:18   | Killed Goutur the pandemonium lord
357127 | Zig:18   | Killed Rizybrim the pandemonium lord
357127 | Zig:18   | Killed Ykiph the pandemonium lord
357130 | Zig:18   | Noticed Wumnuotz the pandemonium lord
357131 | Zig:18   | Noticed Jaifis the pandemonium lord
357132 | Zig:18   | Noticed Akufra the pandemonium lord
357132 | Zig:18   | Killed Duis the pandemonium lord
357135 | Zig:18   | Killed Akufra the pandemonium lord
357136 | Zig:18   | Noticed Neha the pandemonium lord
357136 | Zig:18   | Killed Nuifyesu the pandemonium lord
357137 | Zig:18   | Killed Osogoru the pandemonium lord
357138 | Zig:18   | Killed Dohosurch the pandemonium lord
357138 | Zig:18   | Killed Lorainte the pandemonium lord
357139 | Zig:18   | Killed Vemocs the pandemonium lord
357141 | Zig:18   | Noticed Vuylieh the pandemonium lord
357142 | Zig:18   | Noticed Heuguk the pandemonium lord
357142 | Zig:18   | Killed Utereq the pandemonium lord
357143 | Zig:18   | Killed Lip Guots the pandemonium lord
357143 | Zig:18   | Killed Naibbotukh the pandemonium lord
357144 | Zig:18   | Killed Umuiremoxt the pandemonium lord
357144 | Zig:18   | Killed Jaifis the pandemonium lord
357144 | Zig:18   | Killed Icyhe the pandemonium lord
357145 | Zig:18   | Killed Cuxziax the pandemonium lord
357145 | Zig:18   | Killed Qennedod the pandemonium lord
357145 | Zig:18   | Killed Womon the pandemonium lord
357145 | Zig:18   | Killed Wumnuotz the pandemonium lord
357145 | Zig:18   | Killed Kufotyri the pandemonium lord
357145 | Zig:18   | Killed Cuyrilyo the pandemonium lord
357145 | Zig:18   | Killed Emiav the pandemonium lord
357148 | Zig:18   | Noticed Tisketeq the pandemonium lord
357148 | Zig:18   | Killed Petycluttu the pandemonium lord
357148 | Zig:18   | Killed Vuakhyuh the pandemonium lord
357148 | Zig:18   | Killed Neha the pandemonium lord
357148 | Zig:18   | Killed Wiych the pandemonium lord
357148 | Zig:18   | Killed Tisketeq the pandemonium lord
357150 | Zig:18   | Killed Naykegeq the pandemonium lord
357151 | Zig:18   | Noticed Nufa the pandemonium lord
357151 | Zig:18   | Noticed Awnoyn the pandemonium lord
357151 | Zig:18   | Killed Heuguk the pandemonium lord
357151 | Zig:18   | Killed Vuylieh the pandemonium lord
357153 | Zig:18   | Killed Pitixzox the pandemonium lord
357153 | Zig:18   | Killed Nufa the pandemonium lord
357154 | Zig:18   | Noticed Wamp the pandemonium lord
357156 | Zig:18   | Killed Wamp the pandemonium lord
357162 | Zig:18   | Killed Owiurhuicw the pandemonium lord
357162 | Zig:18   | Killed Uppu the pandemonium lord
357165 | Zig:18   | Noticed Apeoded the pandemonium lord
357167 | Zig:18   | Noticed Veat the pandemonium lord
357170 | Zig:18   | Killed Awnoyn the pandemonium lord
357171 | Zig:18   | Noticed Jomoopni the pandemonium lord
357172 | Zig:18   | Killed Veat the pandemonium lord
357172 | Zig:18   | Killed Janikiku the pandemonium lord
357173 | Zig:18   | Noticed Fenel the pandemonium lord
357173 | Zig:18   | Noticed Zyoraur the pandemonium lord
357174 | Zig:18   | Killed Apeoded the pandemonium lord
357175 | Zig:18   | Noticed Ihickyf the pandemonium lord
357175 | Zig:18   | Killed Jomoopni the pandemonium lord
357176 | Zig:18   | Noticed Kelluyni the pandemonium lord
357177 | Zig:18   | Killed Zyoraur the pandemonium lord
357180 | Zig:18   | Killed Fenel the pandemonium lord
357184 | Zig:18   | Noticed Qoqedwod the pandemonium lord
357187 | Zig:18   | Noticed Feci the pandemonium lord
357187 | Zig:18   | Killed Ihickyf the pandemonium lord
357188 | Zig:18   | Noticed Jasestod the pandemonium lord
357189 | Zig:18   | Killed Qoqedwod the pandemonium lord
357190 | Zig:18   | Noticed Ceel the pandemonium lord
357195 | Zig:18   | Killed Jasestod the pandemonium lord
357196 | Zig:18   | Killed Kelluyni the pandemonium lord
357202 | Zig:18   | Killed Ceel the pandemonium lord
357205 | Zig:18   | Noticed Qentet the pandemonium lord
357211 | Zig:18   | Killed Feci the pandemonium lord
357211 | Zig:18   | Killed Qentet the pandemonium lord
357319 | Zig:18   | Identified the Reference Book on Translocation and the Rocks
357325 | Zig:18   | Got a pitted pewter ring
357352 | Zig:18   | Got a glittering wooden ring
357354 | Zig:18   | Identified the ring "Xuesaan" {*Corrode +Fly rElec rN+ Int+3 Dex+2} (You found it on level 18 of a ziggurat)
357357 | Zig:18   | Identified the ring "Ether" {rElec rF- rC+ rN+ Slay+2} (You found it on level 18 of a ziggurat)
357465 | Zig:19   | Entered Level 19 of a ziggurat
357800 | Zig:19   | Identified the +10 broad axe of Fate {freeze, -Tele rF+ Str+10} (You found it on level 19 of a ziggurat)
357806 | Zig:19   | Identified the +2 pair of gloves of the Yeti {rElec rC+ MR- Str+5} (You found it on level 19 of a ziggurat)
357842 | Zig:20   | Entered Level 20 of a ziggurat
357896 | Zig:20   | Noticed a juggernaut
357896 | Zig:20   | a hellephant changed into a juggernaut
357900 | Zig:20   | Killed a juggernaut
357935 | Zig:20   | Noticed Suschei the pandemonium lord
357938 | Zig:20   | Killed Suschei the pandemonium lord
358059 | Zig:20   | Got a smoking glass ring
358061 | Zig:20   | Identified the ring of Birdsong {rPois MP-9 Dex+4 SInv Stlth+} (You found it on level 20 of a ziggurat)
358079 | Zig:20   | Got a glittering ivory ring
358080 | Zig:20   | Identified the ring of Tojopn {rCorr rElec} (You found it on level 20 of a ziggurat)
358124 | Zig:20   | Got a scorched golden amulet
358125 | Zig:20   | Identified the amulet of Ahotenn {Reflect rPois Dex+2 Slay+2 SH+4} (You found it on level 20 of a ziggurat)
358259 | Zig:20   | Identified the +1 cloak of Elyvilon's Esteem {Str+3 Int+4} (You found it on level 20 of a ziggurat)
358313 | Zig:21   | Entered Level 21 of a ziggurat
358572 | Zig:21   | Got a brightly glowing golden ring
358575 | Zig:21   | Identified the ring of Silech {rF+ AC+3} (You found it on level 21 of a ziggurat)
358587 | Zig:21   | Got a sparkling granite ring
358588 | Zig:21   | Identified the ring "Ycraerun" {rF+ rN+ Int+2} (You found it on level 21 of a ziggurat)
358598 | Zig:21   | Got a transparent platinum ring
358599 | Zig:21   | Identified the cursed ring "Veupri" {rN+ Dex-3} (You found it on level 21 of a ziggurat)
358675 | Zig:21   | Identified the Volume of the Lumpy Orbs
358688 | Zig:22   | Entered Level 22 of a ziggurat
358984 | Zig:22   | Identified the Handbook of the Snowflakes and Aid
358998 | Zig:22   | Got a shimmering platinum ring
358999 | Zig:22   | Identified the ring of Ysiw Tum {rC+ Stlth-} (You found it on level 22 of a ziggurat)
359004 | Zig:22   | Identified the Catalogue of the Helpful Glacier
359010 | Zig:22   | Got a transparent copper ring
359011 | Zig:22   | Identified the ring "Lilofio" {Fire Stlth+} (You found it on level 22 of a ziggurat)
359121 | Zig:23   | Entered Level 23 of a ziggurat
359262 | Zig:23   | Got a slimy jade ring
359265 | Zig:23   | Got a slimy jade ring
359267 | Zig:23   | Identified the ring "Dutul" {*Tele rElec rPois} (You found it on level 23 of a ziggurat)
359279 | Zig:23   | Got a vibrating bone amulet
359280 | Zig:23   | Identified the amulet of the City {Inacc *Corrode Fragile rElec rC+++} (You found it on level 23 of a ziggurat)
359445 | Zig:23   | Got an ancient emerald amulet
359446 | Zig:23   | Identified the amulet "Tooc Rumn" {Inacc rPois Str+3 Int+4 Stlth+} (You found it on level 23 of a ziggurat)
359448 | Zig:23   | Identified the ring "Kimaniqe" {rF+ rN+ Int-2 Dex+2} (You found it on level 23 of a ziggurat)
359540 | Zig:24   | Entered Level 24 of a ziggurat
359712 | Zig:24   | Got a vibrating ivory amulet
359716 | Zig:24   | Got a shimmering turquoise ring
359718 | Zig:24   | Identified the ring "Ommedw Sasu" {rN+ Int+4} (You found it on level 24 of a ziggurat)
359725 | Zig:24   | Identified the +2 pair of boots "Ivopitt" {rCorr} (You found it on level 24 of a ziggurat)
359754 | Zig:24   | Got a glittering copper ring
359755 | Zig:24   | Identified the cursed ring of Hoborem {rN+ Str-3} (You found it on level 24 of a ziggurat)
359759 | Zig:24   | Identified the amulet "Dipufile" {Spirit rN+ Str+4 Stlth+} (You found it on level 24 of a ziggurat)
359918 | Zig:24   | Identified the cursed +0 pair of gloves "Seaq" {rC- rCorr Int+2 Stlth+} (You found it on level 24 of a ziggurat)
359933 | Zig:25   | Entered Level 25 of a ziggurat
360016 | Zig:25   | Got a warped jade ring
360018 | Zig:25   | Identified the ring "Mohimec" {*Slow rC++ Int+8 SInv Stlth+} (You found it on level 25 of a ziggurat)
360043 | Zig:25   | Identified the Reference Book on Supportive Poisoning
360293 | Zig:25   | Got a steaming steel amulet
360294 | Zig:25   | Identified the amulet of Dytenn {*Drain rElec rPois Regen+ SInv} (You found it on level 25 of a ziggurat)
360426 | Zig:26   | Entered Level 26 of a ziggurat
360755 | Zig:26   | Got a shimmering turquoise ring
360757 | Zig:26   | Identified the cursed ring of Yptanwy {AC-2 Str+3} (You found it on level 26 of a ziggurat)
360762 | Zig:26   | Identified the +5 cloak of Wineho {rN+} (You found it on level 26 of a ziggurat)
360776 | Zig:26   | Identified the Disquisition on the Entourage and Transmigration
360789 | Zig:26   | Got a clouded brass ring
360790 | Zig:26   | Identified the ring of Otybient {+Blink rN+} (You found it on level 26 of a ziggurat)
360795 | Zig:26   | Identified the +11 double sword "Ycralainn" {flame, MR+} (You found it on level 26 of a ziggurat)
360931 | Zig:27   | Entered Level 27 of a ziggurat
361058 | Zig:27   | Identified the +2 pair of gloves of the Burgomaster {rPois} (You found it on level 27 of a ziggurat)
361060 | Zig:27   | Got a fine steel ring
361061 | Zig:27   | Identified the ring of Cemett {+Inv AC+4 Str+2 Int+3 Dex+2} (You found it on level 27 of a ziggurat)
361079 | Zig:27   | Got a sparkling marble ring
361081 | Zig:27   | Identified the ring of Ynkua {Ice MR+ Str+6} (You found it on level 27 of a ziggurat)
361128 | Zig:27   | Got a sparkling golden ring
361129 | Zig:27   | Identified the ring "Toeveipp" {Ice *Slow rPois Str+9 Stlth-} (You found it on level 27 of a ziggurat)
361403 | Depths:2 | Identified the +0 pair of boots of Dag Peis {SInv} (You acquired it on level 2 of the Depths)
361404 | Depths:2 | Identified the +2 cloak of the Pleiades {rPois Int+4 Stlth+} (You acquired it on level 2 of the Depths)
361444 | Zig:1    | Entered Level 1 of a ziggurat
361494 | Zig:2    | Entered Level 2 of a ziggurat
361542 | Zig:3    | Entered Level 3 of a ziggurat
361591 | Zig:4    | Entered Level 4 of a ziggurat
361591 | Zig:4    | Noticed a juggernaut
361591 | Zig:4    | Noticed a juggernaut
361591 | Zig:4    | Noticed a juggernaut
361591 | Zig:4    | Noticed a juggernaut
361596 | Zig:4    | Noticed a juggernaut
361599 | Zig:4    | Noticed a juggernaut
361603 | Zig:4    | Killed a juggernaut
361603 | Zig:4    | Killed a juggernaut
361603 | Zig:4    | Killed a juggernaut
361603 | Zig:4    | Killed a juggernaut
361603 | Zig:4    | Killed a juggernaut
361605 | Zig:4    | Noticed a juggernaut
361612 | Zig:4    | Killed a juggernaut
361612 | Zig:4    | Killed a juggernaut
361691 | Zig:5    | Entered Level 5 of a ziggurat
361691 | Zig:5    | Noticed an ancient lich
361691 | Zig:5    | Noticed an ancient lich
361691 | Zig:5    | Noticed an ancient lich
361691 | Zig:5    | Noticed an ancient lich
361691 | Zig:5    | Noticed an ancient lich
361691 | Zig:5    | Noticed an ancient lich
361691 | Zig:5    | Noticed an ancient lich
361691 | Zig:5    | Noticed an ancient lich
361691 | Zig:5    | Noticed an ancient lich
361691 | Zig:5    | Noticed an ancient lich
361691 | Zig:5    | Noticed an ancient lich
361692 | Zig:5    | Killed an ancient lich
361692 | Zig:5    | Killed an ancient lich
361693 | Zig:5    | Noticed an ancient lich
361693 | Zig:5    | Noticed an ancient lich
361694 | Zig:5    | Killed an ancient lich
361694 | Zig:5    | Killed an ancient lich
361695 | Zig:5    | Killed an ancient lich
361695 | Zig:5    | Killed an ancient lich
361696 | Zig:5    | Killed an ancient lich
361696 | Zig:5    | Killed an ancient lich
361696 | Zig:5    | Killed an ancient lich
361697 | Zig:5    | Noticed an ancient lich
361697 | Zig:5    | Noticed an ancient lich
361697 | Zig:5    | Killed an ancient lich
361697 | Zig:5    | Killed an ancient lich
361698 | Zig:5    | Killed an ancient lich
361698 | Zig:5    | Killed an ancient lich
361701 | Zig:5    | Killed an ancient lich
361701 | Zig:5    | Killed an ancient lich
361768 | Zig:6    | Entered Level 6 of a ziggurat
361768 | Zig:6    | Noticed a greater mummy
361768 | Zig:6    | Noticed a greater mummy
361768 | Zig:6    | Noticed a greater mummy
361768 | Zig:6    | Noticed a greater mummy
361768 | Zig:6    | Noticed a greater mummy
361768 | Zig:6    | Noticed a greater mummy
361770 | Zig:6    | Noticed a greater mummy
361771 | Zig:6    | Noticed a greater mummy
361771 | Zig:6    | Noticed a greater mummy
361773 | Zig:6    | Noticed a greater mummy
361773 | Zig:6    | Killed a greater mummy
361773 | Zig:6    | Killed a greater mummy
361774 | Zig:6    | Noticed a greater mummy
361774 | Zig:6    | Killed a greater mummy
361774 | Zig:6    | Killed a greater mummy
361774 | Zig:6    | Killed a greater mummy
361775 | Zig:6    | Killed a greater mummy
361776 | Zig:6    | Killed a greater mummy
361776 | Zig:6    | Killed a greater mummy
361776 | Zig:6    | Killed a greater mummy
361777 | Zig:6    | Killed a greater mummy
361777 | Zig:6    | Killed a greater mummy
361784 | Zig:6    | Got a pitted turquoise ring
361786 | Zig:6    | Identified the ring "Tyseed" {rCorr MR+ SInv} (You found it on level 6 of a ziggurat)
361800 | Zig:6    | Identified Quelek's Handbook of Ashen Changing
361824 | Zig:7    | Entered Level 7 of a ziggurat
361838 | Zig:7    | Noticed Rinesukh the pandemonium lord
361849 | Zig:7    | Killed Rinesukh the pandemonium lord
361879 | Zig:7    | Got a bound bone ring
361881 | Zig:7    | Identified the ring of Foatiwaxt {rCorr rN++} (You found it on level 7 of a ziggurat)
361965 | Zig:8    | Entered Level 8 of a ziggurat
361965 | Zig:8    | Noticed an ancient lich
361965 | Zig:8    | Noticed an ancient lich
361965 | Zig:8    | Noticed an ancient lich
361965 | Zig:8    | Noticed an ancient lich
361965 | Zig:8    | Noticed an ancient lich
361965 | Zig:8    | Noticed an ancient lich
361965 | Zig:8    | Noticed an ancient lich
361965 | Zig:8    | Noticed an ancient lich
361965 | Zig:8    | Noticed an ancient lich
361965 | Zig:8    | Noticed an ancient lich
361965 | Zig:8    | Noticed an ancient lich
361965 | Zig:8    | Noticed an ancient lich
361965 | Zig:8    | Noticed an ancient lich
361965 | Zig:8    | Noticed an ancient lich
361965 | Zig:8    | Noticed an ancient lich
361965 | Zig:8    | Noticed an ancient lich
361965 | Zig:8    | Noticed an ancient lich
361966 | Zig:8    | Killed an ancient lich
361966 | Zig:8    | Killed an ancient lich
361966 | Zig:8    | Killed an ancient lich
361966 | Zig:8    | Killed an ancient lich
361966 | Zig:8    | Killed an ancient lich
361966 | Zig:8    | Killed an ancient lich
361967 | Zig:8    | Noticed an ancient lich
361967 | Zig:8    | Noticed an ancient lich
361967 | Zig:8    | Noticed an ancient lich
361967 | Zig:8    | Noticed an ancient lich
361968 | Zig:8    | Noticed an ancient lich
361968 | Zig:8    | Noticed an ancient lich
361968 | Zig:8    | Noticed an ancient lich
361968 | Zig:8    | Killed an ancient lich
361968 | Zig:8    | Killed an ancient lich
361968 | Zig:8    | Killed an ancient lich
361968 | Zig:8    | Killed an ancient lich
361968 | Zig:8    | Killed an ancient lich
361969 | Zig:8    | Noticed an ancient lich
361969 | Zig:8    | Noticed an ancient lich
361969 | Zig:8    | Noticed an ancient lich
361969 | Zig:8    | Noticed an ancient lich
361969 | Zig:8    | Killed an ancient lich
361969 | Zig:8    | Killed an ancient lich
361969 | Zig:8    | Killed an ancient lich
361969 | Zig:8    | Killed an ancient lich
361969 | Zig:8    | Killed an ancient lich
361970 | Zig:8    | Noticed an ancient lich
361970 | Zig:8    | Noticed an ancient lich
361970 | Zig:8    | Noticed an ancient lich
361970 | Zig:8    | Noticed an ancient lich
361970 | Zig:8    | Noticed an ancient lich
361970 | Zig:8    | Killed an ancient lich
361970 | Zig:8    | Killed an ancient lich
361971 | Zig:8    | Noticed an ancient lich
361971 | Zig:8    | Noticed an ancient lich
361971 | Zig:8    | Noticed an ancient lich
361971 | Zig:8    | Noticed an ancient lich
361971 | Zig:8    | Killed an ancient lich
361971 | Zig:8    | Killed an ancient lich
361971 | Zig:8    | Noticed an ancient lich
361972 | Zig:8    | Noticed an ancient lich
361972 | Zig:8    | Noticed an ancient lich
361972 | Zig:8    | Noticed an ancient lich
361972 | Zig:8    | Killed an ancient lich
361972 | Zig:8    | Killed an ancient lich
361972 | Zig:8    | Killed an ancient lich
361972 | Zig:8    | Killed an ancient lich
361972 | Zig:8    | Killed an ancient lich
361972 | Zig:8    | Killed an ancient lich
361972 | Zig:8    | Killed an ancient lich
361972 | Zig:8    | Killed an ancient lich
361972 | Zig:8    | Killed an ancient lich
361973 | Zig:8    | Noticed an ancient lich
361973 | Zig:8    | Noticed an ancient lich
361973 | Zig:8    | Noticed an ancient lich
361973 | Zig:8    | Noticed an ancient lich
361974 | Zig:8    | Noticed an ancient lich
361974 | Zig:8    | Noticed an ancient lich
361974 | Zig:8    | Noticed an ancient lich
361974 | Zig:8    | Noticed an ancient lich
361974 | Zig:8    | Noticed an ancient lich
361975 | Zig:8    | Killed an ancient lich
361975 | Zig:8    | Killed an ancient lich
361975 | Zig:8    | Killed an ancient lich
361975 | Zig:8    | Killed an ancient lich
361975 | Zig:8    | Killed an ancient lich
361975 | Zig:8    | Killed an ancient lich
361975 | Zig:8    | Killed an ancient lich
361975 | Zig:8    | Killed an ancient lich
361975 | Zig:8    | Killed an ancient lich
361975 | Zig:8    | Killed an ancient lich
361975 | Zig:8    | Killed an ancient lich
361975 | Zig:8    | Killed an ancient lich
361975 | Zig:8    | Killed an ancient lich
361975 | Zig:8    | Killed an ancient lich
361975 | Zig:8    | Killed an ancient lich
361975 | Zig:8    | Killed an ancient lich
361975 | Zig:8    | Killed an ancient lich
361975 | Zig:8    | Noticed an ancient lich
361976 | Zig:8    | Noticed an ancient lich
361976 | Zig:8    | Noticed an ancient lich
361976 | Zig:8    | Noticed an ancient lich
361976 | Zig:8    | Noticed an ancient lich
361976 | Zig:8    | Noticed an ancient lich
361977 | Zig:8    | Noticed an ancient lich
361978 | Zig:8    | Killed an ancient lich
361978 | Zig:8    | Killed an ancient lich
361978 | Zig:8    | Killed an ancient lich
361978 | Zig:8    | Killed an ancient lich
361978 | Zig:8    | Killed an ancient lich
361978 | Zig:8    | Killed an ancient lich
361978 | Zig:8    | Killed an ancient lich
361981 | Zig:8    | Killed an ancient lich
361981 | Zig:8    | Killed an ancient lich
361981 | Zig:8    | Killed an ancient lich
361982 | Zig:8    | Killed an ancient lich
362087 | Zig:8    | Identified Kaenix's Disquisition on Quantum Curses
362096 | Zig:9    | Entered Level 9 of a ziggurat
362096 | Zig:9    | Noticed an ancient lich
362096 | Zig:9    | Noticed an ancient lich
362096 | Zig:9    | Noticed an ancient lich
362096 | Zig:9    | Noticed an ancient lich
362096 | Zig:9    | Noticed an ancient lich
362096 | Zig:9    | Noticed an ancient lich
362096 | Zig:9    | Noticed an ancient lich
362096 | Zig:9    | Noticed an ancient lich
362096 | Zig:9    | Noticed an ancient lich
362096 | Zig:9    | Noticed an ancient lich
362096 | Zig:9    | Noticed an ancient lich
362096 | Zig:9    | Noticed an ancient lich
362096 | Zig:9    | Noticed an ancient lich
362096 | Zig:9    | Noticed an ancient lich
362096 | Zig:9    | Noticed an ancient lich
362096 | Zig:9    | Noticed an ancient lich
362096 | Zig:9    | Noticed an ancient lich
362097 | Zig:9    | Killed an ancient lich
362097 | Zig:9    | Killed an ancient lich
362097 | Zig:9    | Killed an ancient lich
362097 | Zig:9    | Killed an ancient lich
362098 | Zig:9    | Noticed an ancient lich
362098 | Zig:9    | Killed an ancient lich
362099 | Zig:9    | Noticed an ancient lich
362099 | Zig:9    | Killed an ancient lich
362099 | Zig:9    | Killed an ancient lich
362100 | Zig:9    | Killed an ancient lich
362100 | Zig:9    | Killed an ancient lich
362100 | Zig:9    | Killed an ancient lich
362100 | Zig:9    | Killed an ancient lich
362100 | Zig:9    | Killed an ancient lich
362100 | Zig:9    | Killed an ancient lich
362100 | Zig:9    | Killed an ancient lich
362101 | Zig:9    | Killed an ancient lich
362101 | Zig:9    | Killed an ancient lich
362101 | Zig:9    | Killed an ancient lich
362102 | Zig:9    | Noticed an ancient lich
362102 | Zig:9    | Noticed an ancient lich
362102 | Zig:9    | Noticed an ancient lich
362102 | Zig:9    | Noticed an ancient lich
362102 | Zig:9    | Noticed an ancient lich
362102 | Zig:9    | Noticed an ancient lich
362102 | Zig:9    | Noticed an ancient lich
362102 | Zig:9    | Killed an ancient lich
362102 | Zig:9    | Killed an ancient lich
362103 | Zig:9    | Noticed an ancient lich
362104 | Zig:9    | Noticed an ancient lich
362104 | Zig:9    | Noticed an ancient lich
362104 | Zig:9    | Noticed an ancient lich
362106 | Zig:9    | Noticed an ancient lich
362106 | Zig:9    | Killed an ancient lich
362106 | Zig:9    | Killed an ancient lich
362106 | Zig:9    | Killed an ancient lich
362106 | Zig:9    | Killed an ancient lich
362106 | Zig:9    | Killed an ancient lich
362106 | Zig:9    | Killed an ancient lich
362106 | Zig:9    | Killed an ancient lich
362106 | Zig:9    | Killed an ancient lich
362106 | Zig:9    | Killed an ancient lich
362106 | Zig:9    | Killed an ancient lich
362107 | Zig:9    | Noticed an ancient lich
362107 | Zig:9    | Noticed an ancient lich
362109 | Zig:9    | Killed an ancient lich
362110 | Zig:9    | Noticed an ancient lich
362111 | Zig:9    | Killed an ancient lich
362112 | Zig:9    | Noticed an ancient lich
362112 | Zig:9    | Noticed an ancient lich
362112 | Zig:9    | Killed an ancient lich
362113 | Zig:9    | Noticed an ancient lich
362113 | Zig:9    | Killed an ancient lich
362113 | Zig:9    | Killed an ancient lich
362114 | Zig:9    | Noticed an ancient lich
362114 | Zig:9    | Noticed an ancient lich
362115 | Zig:9    | Noticed an ancient lich
362115 | Zig:9    | Killed an ancient lich
362115 | Zig:9    | Killed an ancient lich
362115 | Zig:9    | Killed an ancient lich
362115 | Zig:9    | Killed an ancient lich
362118 | Zig:9    | Killed an ancient lich
362118 | Zig:9    | Killed an ancient lich
362136 | Zig:9    | Identified Sif Muna's Incunabulum of Enhancements and Shape Shifting
362140 | Zig:9    | Got a clouded steel ring
362141 | Zig:9    | Identified the ring of Elitism {rElec rC+ AC+3 Str+4} (You found it on level 9 of a ziggurat)
362145 | Zig:9    | Got a bound steel ring
362147 | Zig:9    | Identified the ring of Faejuit {rElec rPois MP+9 Int+5} (You found it on level 9 of a ziggurat)
362233 | Zig:10   | Entered Level 10 of a ziggurat
362379 | Zig:10   | Got a scintillating pewter amulet
362380 | Zig:10   | Identified the amulet of Loyr {rElec MR+++ Regen+ Int-2 Stlth-} (You found it on level 10 of a ziggurat)
362398 | Zig:10   | Got a sparkling granite ring
362400 | Zig:10   | Identified the ring of Ipha {Str+3 Int+6} (You found it on level 10 of a ziggurat)
362445 | Zig:11   | Entered Level 11 of a ziggurat
362595 | Zig:11   | Got a steaming lapis lazuli ring
362597 | Zig:11   | Identified the ring "Zanuid" {+Fly Int-2 Dex+3 SInv} (You found it on level 11 of a ziggurat)
362647 | Zig:12   | Entered Level 12 of a ziggurat
362647 | Zig:12   | Noticed Huam Gur the pandemonium lord
362647 | Zig:12   | Noticed Sekka the pandemonium lord
362647 | Zig:12   | Noticed Hocion the pandemonium lord
362647 | Zig:12   | Noticed Goss the pandemonium lord
362647 | Zig:12   | Noticed Hojoan the pandemonium lord
362647 | Zig:12   | Noticed Loidod the pandemonium lord
362647 | Zig:12   | Noticed Gong the pandemonium lord
362647 | Zig:12   | Noticed Zoetz the pandemonium lord
362647 | Zig:12   | Noticed Xedoitwo the pandemonium lord
362647 | Zig:12   | Noticed Kaeraarch the pandemonium lord
362647 | Zig:12   | Noticed Viekax the pandemonium lord
362647 | Zig:12   | Noticed Foipat the pandemonium lord
362647 | Zig:12   | Noticed Xeucum the pandemonium lord
362647 | Zig:12   | Noticed Gidah the pandemonium lord
362647 | Zig:12   | Noticed Wikhanna the pandemonium lord
362647 | Zig:12   | Noticed Lavvi the pandemonium lord
362647 | Zig:12   | Noticed Fiwalixo the pandemonium lord
362647 | Zig:12   | Noticed Ecoq the pandemonium lord
362647 | Zig:12   | Noticed Vemyufuz the pandemonium lord
362647 | Zig:12   | Noticed Vedareod the pandemonium lord
362647 | Zig:12   | Noticed Kuobbi the pandemonium lord
362647 | Zig:12   | Noticed Xemosam the pandemonium lord
362647 | Zig:12   | Noticed Jugh the pandemonium lord
362647 | Zig:12   | Noticed Waifuoneo the pandemonium lord
362647 | Zig:12   | Noticed Peigamar the pandemonium lord
362647 | Zig:12   | Noticed Gualoeth the pandemonium lord
362647 | Zig:12   | Noticed Ucets the pandemonium lord
362647 | Zig:12   | Noticed Qauvoch the pandemonium lord
362647 | Zig:12   | Noticed Lemah the pandemonium lord
362647 | Zig:12   | Noticed Rajeemm the pandemonium lord
362647 | Zig:12   | Noticed Xujid the pandemonium lord
362647 | Zig:12   | Noticed Esilajaz the pandemonium lord
362647 | Zig:12   | Noticed Derghesch the pandemonium lord
362647 | Zig:12   | Noticed Wil Egef the pandemonium lord
362647 | Zig:12   | Noticed Reruf the pandemonium lord
362647 | Zig:12   | Noticed Kotronn the pandemonium lord
362647 | Zig:12   | Noticed Pirhoiro the pandemonium lord
362647 | Zig:12   | Noticed Tobyof the pandemonium lord
362647 | Zig:12   | Noticed Saaf the pandemonium lord
362647 | Zig:12   | Noticed Sunacank the pandemonium lord
362647 | Zig:12   | Noticed Yckoiqucw the pandemonium lord
362647 | Zig:12   | Noticed Maacsugh the pandemonium lord
362649 | Zig:12   | Killed Hojoan the pandemonium lord
362649 | Zig:12   | Killed Gong the pandemonium lord
362649 | Zig:12   | Killed Peigamar the pandemonium lord
362649 | Zig:12   | Killed Vemyufuz the pandemonium lord
362650 | Zig:12   | Noticed Lietir the pandemonium lord
362650 | Zig:12   | Noticed Nyce the pandemonium lord
362650 | Zig:12   | Killed Hocion the pandemonium lord
362650 | Zig:12   | Killed Gualoeth the pandemonium lord
362650 | Zig:12   | Killed Foxtul the pandemonium lord
362650 | Zig:12   | Killed Vedareod the pandemonium lord
362650 | Zig:12   | Killed Pirhoiro the pandemonium lord
362650 | Zig:12   | Killed Esilajaz the pandemonium lord
362650 | Zig:12   | Killed Ecoq the pandemonium lord
362650 | Zig:12   | Killed Loidod the pandemonium lord
362651 | Zig:12   | Noticed Saentaig the pandemonium lord
362651 | Zig:12   | Killed Zoetz the pandemonium lord
362651 | Zig:12   | Killed Kuobbi the pandemonium lord
362651 | Zig:12   | Killed Foipat the pandemonium lord
362651 | Zig:12   | Killed Sekka the pandemonium lord
362651 | Zig:12   | Killed Gidah the pandemonium lord
362651 | Zig:12   | Noticed Qokif the pandemonium lord
362651 | Zig:12   | Noticed Toler the pandemonium lord
362651 | Zig:12   | Noticed Zajurilaed the pandemonium lord
362651 | Zig:12   | Noticed Icixen the pandemonium lord
362651 | Zig:12   | Noticed Wouhaow the pandemonium lord
362651 | Zig:12   | Noticed Wocothra the pandemonium lord
362651 | Zig:12   | Noticed Qimum the pandemonium lord
362651 | Zig:12   | Noticed Qucax the pandemonium lord
362651 | Zig:12   | Noticed Abbo the pandemonium lord
362651 | Zig:12   | Noticed Fuovvuw the pandemonium lord
362652 | Zig:12   | Noticed Soadwiz the pandemonium lord
362652 | Zig:12   | Noticed Mupix the pandemonium lord
362652 | Zig:12   | Noticed Detaehei the pandemonium lord
362652 | Zig:12   | Noticed Cyfianes the pandemonium lord
362652 | Zig:12   | Noticed Ishahit the pandemonium lord
362652 | Zig:12   | Noticed Tebie the pandemonium lord
362652 | Zig:12   | Noticed Fycyoss the pandemonium lord
362652 | Zig:12   | Noticed Baxosoeph the pandemonium lord
362652 | Zig:12   | Noticed Raruler the pandemonium lord
362652 | Zig:12   | Noticed Zekkamp the pandemonium lord
362652 | Zig:12   | Noticed Etiottio the pandemonium lord
362652 | Zig:12   | Noticed Kulis the pandemonium lord
362652 | Zig:12   | Noticed Bitabb the pandemonium lord
362652 | Zig:12   | Noticed Ytotop the pandemonium lord
362652 | Zig:12   | Noticed Esuturghe the pandemonium lord
362652 | Zig:12   | Noticed Pisino the pandemonium lord
362652 | Zig:12   | Noticed Cumor the pandemonium lord
362652 | Zig:12   | Noticed Ytelalir the pandemonium lord
362652 | Zig:12   | Noticed Yttaaha the pandemonium lord
362652 | Zig:12   | Noticed Mableine the pandemonium lord
362652 | Zig:12   | Noticed Quvet the pandemonium lord
362652 | Zig:12   | Noticed Reykh the pandemonium lord
362652 | Zig:12   | Noticed Ziuc the pandemonium lord
362652 | Zig:12   | Noticed Reruusm the pandemonium lord
362652 | Zig:12   | Noticed Pezut the pandemonium lord
362652 | Zig:12   | Noticed Utukhix the pandemonium lord
362652 | Zig:12   | Noticed Jomnie the pandemonium lord
362652 | Zig:12   | Noticed Paad the pandemonium lord
362652 | Zig:12   | Noticed Kiblaler the pandemonium lord
362652 | Zig:12   | Noticed Kuasmyzu the pandemonium lord
362652 | Zig:12   | Noticed Xusytenexog the pandemonium lord
362652 | Zig:12   | Noticed Heratuih the pandemonium lord
362652 | Zig:12   | Noticed Saaku the pandemonium lord
362652 | Zig:12   | Noticed Vilajuoc the pandemonium lord
362652 | Zig:12   | Noticed Puc Suecw the pandemonium lord
362652 | Zig:12   | Noticed Acaxoes the pandemonium lord
362652 | Zig:12   | Noticed Eneu the pandemonium lord
362652 | Zig:12   | Noticed Amusho the pandemonium lord
362652 | Zig:12   | Noticed Uclad the pandemonium lord
362652 | Zig:12   | Noticed Wuugh the pandemonium lord
362652 | Zig:12   | Noticed Vealutune the pandemonium lord
362653 | Zig:12   | Noticed Haczol the pandemonium lord
362653 | Zig:12   | Noticed Peopnuo the pandemonium lord
362654 | Zig:12   | Noticed Woent the pandemonium lord
362654 | Zig:12   | Noticed Kanwour the pandemonium lord
362654 | Zig:12   | Noticed Balu the pandemonium lord
362654 | Zig:12   | Noticed Lutar the pandemonium lord
362654 | Zig:12   | Noticed Junont Mucku the pandemonium lord
362655 | Zig:12   | Noticed Joefouss the pandemonium lord
362656 | Zig:12   | Noticed Qiwixo the pandemonium lord
362656 | Zig:12   | Noticed Dijobube the pandemonium lord
362656 | Zig:12   | Noticed Jiaxketeo the pandemonium lord
362656 | Zig:12   | Killed Zajurilaed the pandemonium lord
362656 | Zig:12   | Killed Kulis the pandemonium lord
362656 | Zig:12   | Killed Utukhix the pandemonium lord
362656 | Zig:12   | Killed Uclad the pandemonium lord
362657 | Zig:12   | Killed Jomnie the pandemonium lord
362657 | Zig:12   | Killed Bitabb the pandemonium lord
362657 | Zig:12   | Killed Esuturghe the pandemonium lord
362657 | Zig:12   | Killed Yttaaha the pandemonium lord
362658 | Zig:12   | Noticed Waoma the pandemonium lord
362658 | Zig:12   | Noticed Mushavim the pandemonium lord
362658 | Zig:12   | Noticed Yky Rick the pandemonium lord
362658 | Zig:12   | Noticed Aloeg the pandemonium lord
362659 | Zig:12   | Noticed Coll the pandemonium lord
362659 | Zig:12   | Killed Tobyof the pandemonium lord
362661 | Zig:12   | Killed Reruf the pandemonium lord
362662 | Zig:12   | Killed Saaf the pandemonium lord
362662 | Zig:12   | Killed Xeucum the pandemonium lord
362663 | Zig:12   | Killed Ucets the pandemonium lord
362663 | Zig:12   | Killed Kotronn the pandemonium lord
362663 | Zig:12   | Killed Maacsugh the pandemonium lord
362664 | Zig:12   | Killed Sunacank the pandemonium lord
362664 | Zig:12   | Killed Waifuoneo the pandemonium lord
362665 | Zig:12   | Noticed Sebogy the pandemonium lord
362665 | Zig:12   | Killed Derghesch the pandemonium lord
362665 | Zig:12   | Killed Yckoiqucw the pandemonium lord
362667 | Zig:12   | Noticed Zeosam the pandemonium lord
362667 | Zig:12   | Noticed Niez the pandemonium lord
362668 | Zig:12   | Killed Xemosam the pandemonium lord
362670 | Zig:12   | Killed Coll the pandemonium lord
362671 | Zig:12   | Killed Pisino the pandemonium lord
362674 | Zig:12   | Noticed Ecacal the pandemonium lord
362674 | Zig:12   | Noticed Jiedueth the pandemonium lord
362674 | Zig:12   | Noticed Abuazept the pandemonium lord
362674 | Zig:12   | Noticed Qouses the pandemonium lord
362674 | Zig:12   | Noticed Cagurch the pandemonium lord
362674 | Zig:12   | Noticed Enie the pandemonium lord
362674 | Zig:12   | Noticed Peuwiq the pandemonium lord
362674 | Zig:12   | Noticed Sidanaer the pandemonium lord
362677 | Zig:12   | Noticed Mapnucw the pandemonium lord
362679 | Zig:12   | Killed Rajeemm the pandemonium lord
362679 | Zig:12   | Cast into level 5 of the Abyss (Xedoitwo)
362679 | Abyss:5  | Entered Level 5 of the Abyss
362777 | Zig:12   | Escaped the Abyss
362778 | Zig:12   | Noticed Xietoh the pandemonium lord
362781 | Zig:12   | Noticed Daonni the pandemonium lord
362784 | Zig:12   | Killed Xedoitwo the pandemonium lord
362784 | Zig:12   | Killed Wocothra the pandemonium lord
362792 | Zig:12   | Killed Kanwour the pandemonium lord
362794 | Zig:12   | Killed Reykh the pandemonium lord
362794 | Zig:12   | Killed Wil Egef the pandemonium lord
362795 | Zig:12   | Noticed Oho Amm the pandemonium lord
362795 | Zig:12   | Killed Lietir the pandemonium lord
362795 | Zig:12   | Killed Viekax the pandemonium lord
362796 | Zig:12   | Killed Niez the pandemonium lord
362796 | Zig:12   | Killed Ecacal the pandemonium lord
362796 | Zig:12   | Killed Sidanaer the pandemonium lord
362798 | Zig:12   | Noticed Ogegacal the pandemonium lord
362799 | Zig:12   | Killed Yky Rick the pandemonium lord
362799 | Zig:12   | Killed Abuazept the pandemonium lord
362799 | Zig:12   | Killed Jiedueth the pandemonium lord
362799 | Zig:12   | Killed Qouses the pandemonium lord
362799 | Zig:12   | Killed Kaeraarch the pandemonium lord
362799 | Zig:12   | Killed Zeosam the pandemonium lord
362799 | Zig:12   | Killed Xujid the pandemonium lord
362800 | Zig:12   | Killed Daonni the pandemonium lord
362800 | Zig:12   | Killed Wuugh the pandemonium lord
362800 | Zig:12   | Killed Cagurch the pandemonium lord
362800 | Zig:12   | Killed Xietoh the pandemonium lord
362803 | Zig:12   | Noticed Cuarphoo the pandemonium lord
362803 | Zig:12   | Killed Fiwalixo the pandemonium lord
362803 | Zig:12   | Killed Wikhanna the pandemonium lord
362803 | Zig:12   | Killed Aloeg the pandemonium lord
362803 | Zig:12   | Killed Lavvi the pandemonium lord
362803 | Zig:12   | Killed Mushavim the pandemonium lord
362804 | Zig:12   | Noticed Gysheagery the pandemonium lord
362805 | Zig:12   | Killed Sebogy the pandemonium lord
362805 | Zig:12   | Killed Enie the pandemonium lord
362805 | Zig:12   | Killed Jyrah the pandemonium lord
362805 | Zig:12   | Killed Oho Amm the pandemonium lord
362805 | Zig:12   | Killed Qiwixo the pandemonium lord
362805 | Zig:12   | Killed Ogegacal the pandemonium lord
362805 | Zig:12   | Killed Saentaig the pandemonium lord
362806 | Zig:12   | Noticed Gygaefil the pandemonium lord
362806 | Zig:12   | Killed Peuwiq the pandemonium lord
362807 | Zig:12   | Noticed Ummot the pandemonium lord
362807 | Zig:12   | Killed Lemah the pandemonium lord
362807 | Zig:12   | Killed Lutar the pandemonium lord
362809 | Zig:12   | Killed Huam Gur the pandemonium lord
362809 | Zig:12   | Killed Pezut the pandemonium lord
362809 | Zig:12   | Killed Waoma the pandemonium lord
362809 | Zig:12   | Killed Haczol the pandemonium lord
362813 | Zig:12   | Killed Eneu the pandemonium lord
362814 | Zig:12   | Noticed Lussuu the pandemonium lord
362815 | Zig:12   | Noticed Geotiec the pandemonium lord
362815 | Zig:12   | Killed Jugh the pandemonium lord
362816 | Zig:12   | Killed Qucax the pandemonium lord
362816 | Zig:12   | Killed Paad the pandemonium lord
362816 | Zig:12   | Killed Lussuu the pandemonium lord
362816 | Zig:12   | Killed Gysheagery the pandemonium lord
362818 | Zig:12   | Killed Qimum the pandemonium lord
362818 | Zig:12   | Killed Soadwiz the pandemonium lord
362818 | Zig:12   | Killed Cuarphoo the pandemonium lord
362820 | Zig:12   | Killed Geotiec the pandemonium lord
362820 | Zig:12   | Killed Raplebly the pandemonium lord
362820 | Zig:12   | Killed Myenex the pandemonium lord
362820 | Zig:12   | Killed Mapnucw the pandemonium lord
362821 | Zig:12   | Noticed Tugaketz the pandemonium lord
362821 | Zig:12   | Killed Ummot the pandemonium lord
362821 | Zig:12   | Killed Baxosoeph the pandemonium lord
362821 | Zig:12   | Killed Fycyoss the pandemonium lord
362822 | Zig:12   | Noticed Atacrar the pandemonium lord
362822 | Zig:12   | Killed Gygaefil the pandemonium lord
362823 | Zig:12   | Noticed Zulus the pandemonium lord
362824 | Zig:12   | Noticed Hisch the pandemonium lord
362826 | Zig:12   | Noticed Ronge the pandemonium lord
362826 | Zig:12   | Killed Atacrar the pandemonium lord
362826 | Zig:12   | Killed Woent the pandemonium lord
362827 | Zig:12   | Noticed Tomeur the pandemonium lord
362828 | Zig:12   | Killed Ronge the pandemonium lord
362830 | Zig:12   | Killed Toler the pandemonium lord
362830 | Zig:12   | Killed Zulus the pandemonium lord
362831 | Zig:12   | Killed Tugaketz the pandemonium lord
362832 | Zig:12   | Killed Quvet the pandemonium lord
362832 | Zig:12   | Killed Mupix the pandemonium lord
362832 | Zig:12   | Killed Jiaxketeo the pandemonium lord
362832 | Zig:12   | Killed Ytelalir the pandemonium lord
362834 | Zig:12   | Killed Etiottio the pandemonium lord
362835 | Zig:12   | Noticed Geurre Lual the pandemonium lord
362836 | Zig:12   | Noticed Sikaledgh the pandemonium lord
362836 | Zig:12   | Noticed Nook the pandemonium lord
362837 | Zig:12   | Killed Kiblaler the pandemonium lord
362838 | Zig:12   | Killed Fuovvuw the pandemonium lord
362839 | Zig:12   | Noticed Hirab the pandemonium lord
362840 | Zig:12   | Killed Hisch the pandemonium lord
362840 | Zig:12   | Killed Sikaledgh the pandemonium lord
362842 | Zig:12   | Noticed Zashrautaq the pandemonium lord
362842 | Zig:12   | Noticed Ingimij the pandemonium lord
362844 | Zig:12   | Noticed Eceajife the pandemonium lord
362844 | Zig:12   | Killed Tomeur the pandemonium lord
362844 | Zig:12   | Killed Ytotop the pandemonium lord
362844 | Zig:12   | Killed Dijobube the pandemonium lord
362844 | Zig:12   | Killed Ziuc the pandemonium lord
362844 | Zig:12   | Killed Nook the pandemonium lord
362844 | Zig:12   | Killed Balu the pandemonium lord
362845 | Zig:12   | Noticed Keschago the pandemonium lord
362845 | Zig:12   | Noticed Owant the pandemonium lord
362845 | Zig:12   | Killed Nyce the pandemonium lord
362846 | Zig:12   | Killed Tebie the pandemonium lord
362846 | Zig:12   | Killed Hirab the pandemonium lord
362846 | Zig:12   | Killed Saaku the pandemonium lord
362847 | Zig:12   | Killed Peopnuo the pandemonium lord
362848 | Zig:12   | Noticed Caest the pandemonium lord
362848 | Zig:12   | Killed Cumor the pandemonium lord
362848 | Zig:12   | Killed Owant the pandemonium lord
362848 | Zig:12   | Killed Zashrautaq the pandemonium lord
362848 | Zig:12   | Killed Reruusm the pandemonium lord
362850 | Zig:12   | Killed Acaxoes the pandemonium lord
362851 | Zig:12   | Noticed Utucs the pandemonium lord
362851 | Zig:12   | Noticed Uqifotih the pandemonium lord
362852 | Zig:12   | Noticed Nyprym the pandemonium lord
362852 | Zig:12   | Noticed Kaegiry the pandemonium lord
362852 | Zig:12   | Noticed Iqer Iti the pandemonium lord
362852 | Zig:12   | Noticed Ofar the pandemonium lord
362852 | Zig:12   | Noticed Xuysouk the pandemonium lord
362852 | Zig:12   | Noticed Otaiz the pandemonium lord
362853 | Zig:12   | Noticed Caast the pandemonium lord
362855 | Zig:12   | Noticed Mideckez the pandemonium lord
362855 | Zig:12   | Killed Xuysouk the pandemonium lord
362856 | Zig:12   | Killed Nyprym the pandemonium lord
362857 | Zig:12   | Killed Mableine the pandemonium lord
362857 | Zig:12   | Killed Otaiz the pandemonium lord
362858 | Zig:12   | Noticed Ceolecom the pandemonium lord
362858 | Zig:12   | Killed Goss the pandemonium lord
362859 | Zig:12   | Noticed Xosesiso the pandemonium lord
362859 | Zig:12   | Noticed Duow the pandemonium lord
362859 | Zig:12   | Killed Ishahit the pandemonium lord
362859 | Zig:12   | Killed Kaegiry the pandemonium lord
362860 | Zig:12   | Killed Caast the pandemonium lord
362861 | Zig:12   | Noticed Keykess the pandemonium lord
362861 | Zig:12   | Noticed Yseugh the pandemonium lord
362865 | Zig:12   | Noticed Cuisuj the pandemonium lord
362865 | Zig:12   | Noticed Tuak the pandemonium lord
362879 | Zig:12   | Killed Mideckez the pandemonium lord
362879 | Zig:12   | Killed Heratuih the pandemonium lord
362880 | Zig:12   | Killed Utucs the pandemonium lord
362882 | Zig:12   | Killed Iqer Iti the pandemonium lord
362882 | Zig:12   | Killed Yseugh the pandemonium lord
362889 | Zig:12   | Killed Vealutune the pandemonium lord
362889 | Zig:12   | Killed Detaehei the pandemonium lord
362889 | Zig:12   | Killed Puc Suecw the pandemonium lord
362890 | Zig:12   | Killed Abbo the pandemonium lord
362893 | Zig:12   | Killed Cuisuj the pandemonium lord
362894 | Zig:12   | Killed Uqifotih the pandemonium lord
362895 | Zig:12   | Killed Geurre Lual the pandemonium lord
362895 | Zig:12   | Killed Raruler the pandemonium lord
362896 | Zig:12   | Killed Keschago the pandemonium lord
362896 | Zig:12   | Killed Vilajuoc the pandemonium lord
362897 | Zig:12   | Killed Tuak the pandemonium lord
362897 | Zig:12   | Killed Amusho the pandemonium lord
362897 | Zig:12   | Killed Icixen the pandemonium lord
362897 | Zig:12   | Killed Ofar the pandemonium lord
362897 | Zig:12   | Killed Xusytenexog the pandemonium lord
362897 | Zig:12   | Killed Xosesiso the pandemonium lord
362897 | Zig:12   | Killed Eceajife the pandemonium lord
362897 | Zig:12   | Killed Keykess the pandemonium lord
362897 | Zig:12   | Killed Kuasmyzu the pandemonium lord
362898 | Zig:12   | Killed Junont Mucku the pandemonium lord
362898 | Zig:12   | Killed Qauvoch the pandemonium lord
362898 | Zig:12   | Killed Ceolecom the pandemonium lord
362899 | Zig:12   | Killed Qokif the pandemonium lord
362899 | Zig:12   | Killed Duow the pandemonium lord
362901 | Zig:12   | Killed Zekkamp the pandemonium lord
362901 | Zig:12   | Killed Ingimij the pandemonium lord
362903 | Zig:12   | Killed Joefouss the pandemonium lord
362903 | Zig:12   | Killed Wouhaow the pandemonium lord
362904 | Zig:12   | Killed Cyfianes the pandemonium lord
362904 | Zig:12   | Killed Caest the pandemonium lord
362983 | Zig:12   | Got a shimmering zirconium amulet
362984 | Zig:12   | Identified the amulet "Hehu Cualog" {Harm *Drain Int+6} (You found it on level 12 of a ziggurat)
363020 | Zig:12   | Identified the Tome of the Frostbite and Envenoming
363229 | Zig:13   | Entered Level 13 of a ziggurat
363281 | Zig:13   | Got a translucent platinum ring
363283 | Zig:13   | Identified the ring of Noycwir {*Tele *Slow rN+ Int+3 SInv} (You found it on level 13 of a ziggurat)
363291 | Zig:13   | Got a sparkling ruby amulet
363292 | Zig:13   | Identified the amulet "Eseaczue" {Regen+ Str+7 Dex+5} (You found it on level 13 of a ziggurat)
363403 | Zig:14   | Entered Level 14 of a ziggurat
363511 | Zig:14   | Got a steaming iron ring
363513 | Zig:14   | Identified the ring of Dawn {Fire Slay+3} (You found it on level 14 of a ziggurat)
363632 | Zig:14   | Identified the +6 large shield "Sajuh" {rCorr} (You took it off a daeva on level 14 of a ziggurat)
363635 | Zig:14   | Identified the +8 large shield of Vampiric Thralls {Int-5 Dex+3} (You took it off a daeva on level 14 of a ziggurat)
363637 | Zig:14   | Identified the +2 large shield "Mymm" {Int+2} (You took it off a daeva on level 14 of a ziggurat)
363639 | Zig:14   | Identified the +5 large shield of the Immovable Curses {rN+ rCorr} (You took it off a daeva on level 14 of a ziggurat)
363642 | Zig:14   | Identified the +10 large shield "Zoenuokk" {rCorr Int+4 SInv} (You took it off a daeva on level 14 of a ziggurat)
363659 | Zig:14   | Identified the cursed +0 large shield "Orphel" {rC+} (You took it off a daeva on level 14 of a ziggurat)
363663 | Zig:14   | Identified the +4 large shield of Lilacs {rF+ rCorr Dex+3} (You took it off a daeva on level 14 of a ziggurat)
363665 | Zig:14   | Identified the +6 large shield of Sloth {rElec Dex+4} (You took it off a daeva on level 14 of a ziggurat)
363668 | Zig:14   | Identified the cursed -6 large shield "Libogeddy" {rC++ rN+} (You took it off a daeva on level 14 of a ziggurat)
363670 | Zig:14   | Identified the +3 large shield of the Princeling {SInv} (You took it off a daeva on level 14 of a ziggurat)
363700 | Zig:15   | Entered Level 15 of a ziggurat
363826 | Zig:15   | Got a flickering brass ring
363828 | Zig:15   | Identified the ring "Pyseby" {*Corrode +Blink rN+ MP+9 Dex+2} (You found it on level 15 of a ziggurat)
363832 | Zig:15   | Got a slimy platinum ring
363833 | Zig:15   | Identified the ring "Zewuaseh" {rC+ rN+ MP+9 Str+3} (You found it on level 15 of a ziggurat)
363845 | Zig:15   | Got a faintly glowing platinum ring
363846 | Zig:15   | Identified the ring "Uhijylue" {rPois SInv} (You found it on level 15 of a ziggurat)
363851 | Zig:15   | Identified the Collected Works on Dusty Changing
363911 | Zig:16   | Entered Level 16 of a ziggurat
363911 | Zig:16   | Noticed an ancient lich
363911 | Zig:16   | Noticed an ancient lich
363911 | Zig:16   | Noticed an ancient lich
363911 | Zig:16   | Noticed an ancient lich
363911 | Zig:16   | Noticed an ancient lich
363911 | Zig:16   | Noticed an ancient lich
363911 | Zig:16   | Noticed an ancient lich
363911 | Zig:16   | Noticed an ancient lich
363911 | Zig:16   | Noticed an ancient lich
363911 | Zig:16   | Noticed an ancient lich
363911 | Zig:16   | Noticed an ancient lich
363911 | Zig:16   | Noticed an ancient lich
363911 | Zig:16   | Noticed an ancient lich
363911 | Zig:16   | Noticed an ancient lich
363911 | Zig:16   | Noticed an ancient lich
363911 | Zig:16   | Noticed an ancient lich
363911 | Zig:16   | Noticed an ancient lich
363911 | Zig:16   | Noticed an ancient lich
363911 | Zig:16   | Noticed an ancient lich
363911 | Zig:16   | Noticed an ancient lich
363911 | Zig:16   | Noticed an ancient lich
363911 | Zig:16   | Noticed an ancient lich
363911 | Zig:16   | Noticed an ancient lich
363911 | Zig:16   | Noticed an ancient lich
363911 | Zig:16   | Noticed an ancient lich
363912 | Zig:16   | Killed an ancient lich
363912 | Zig:16   | Killed an ancient lich
363912 | Zig:16   | Killed an ancient lich
363912 | Zig:16   | Killed an ancient lich
363912 | Zig:16   | Killed an ancient lich
363912 | Zig:16   | Killed an ancient lich
363912 | Zig:16   | Killed an ancient lich
363912 | Zig:16   | Killed an ancient lich
363912 | Zig:16   | Killed an ancient lich
363912 | Zig:16   | Killed an ancient lich
363912 | Zig:16   | Killed an ancient lich
363913 | Zig:16   | Noticed an ancient lich
363913 | Zig:16   | Noticed an ancient lich
363913 | Zig:16   | Noticed an ancient lich
363913 | Zig:16   | Noticed an ancient lich
363913 | Zig:16   | Noticed an ancient lich
363913 | Zig:16   | Noticed an ancient lich
363914 | Zig:16   | Killed an ancient lich
363914 | Zig:16   | Killed an ancient lich
363914 | Zig:16   | Killed an ancient lich
363914 | Zig:16   | Killed an ancient lich
363914 | Zig:16   | Killed an ancient lich
363914 | Zig:16   | Killed an ancient lich
363914 | Zig:16   | Killed an ancient lich
363914 | Zig:16   | Killed an ancient lich
363914 | Zig:16   | Killed an ancient lich
363914 | Zig:16   | Killed an ancient lich
363914 | Zig:16   | Killed an ancient lich
363914 | Zig:16   | Killed an ancient lich
363914 | Zig:16   | Killed an ancient lich
363915 | Zig:16   | Noticed an ancient lich
363915 | Zig:16   | Noticed an ancient lich
363915 | Zig:16   | Killed an ancient lich
363915 | Zig:16   | Killed an ancient lich
363915 | Zig:16   | Killed an ancient lich
363915 | Zig:16   | Killed an ancient lich
363915 | Zig:16   | Killed an ancient lich
363916 | Zig:16   | Noticed an ancient lich
363916 | Zig:16   | Noticed an ancient lich
363916 | Zig:16   | Noticed an ancient lich
363916 | Zig:16   | Noticed an ancient lich
363916 | Zig:16   | Killed an ancient lich
363916 | Zig:16   | Killed an ancient lich
363917 | Zig:16   | Noticed an ancient lich
363917 | Zig:16   | Noticed an ancient lich
363917 | Zig:16   | Noticed an ancient lich
363917 | Zig:16   | Noticed an ancient lich
363917 | Zig:16   | Noticed an ancient lich
363917 | Zig:16   | Noticed an ancient lich
363917 | Zig:16   | Noticed an ancient lich
363917 | Zig:16   | Noticed an ancient lich
363917 | Zig:16   | Killed an ancient lich
363917 | Zig:16   | Killed an ancient lich
363918 | Zig:16   | Noticed an ancient lich
363918 | Zig:16   | Noticed an ancient lich
363918 | Zig:16   | Noticed an ancient lich
363918 | Zig:16   | Noticed an ancient lich
363918 | Zig:16   | Noticed an ancient lich
363918 | Zig:16   | Noticed an ancient lich
363918 | Zig:16   | Noticed an ancient lich
363918 | Zig:16   | Killed an ancient lich
363918 | Zig:16   | Killed an ancient lich
363919 | Zig:16   | Noticed an ancient lich
363919 | Zig:16   | Noticed an ancient lich
363919 | Zig:16   | Noticed an ancient lich
363919 | Zig:16   | Noticed an ancient lich
363919 | Zig:16   | Noticed an ancient lich
363919 | Zig:16   | Noticed an ancient lich
363919 | Zig:16   | Noticed an ancient lich
363919 | Zig:16   | Noticed an ancient lich
363920 | Zig:16   | Noticed an ancient lich
363920 | Zig:16   | Noticed an ancient lich
363920 | Zig:16   | Noticed an ancient lich
363920 | Zig:16   | Noticed an ancient lich
363920 | Zig:16   | Noticed an ancient lich
363920 | Zig:16   | Noticed an ancient lich
363920 | Zig:16   | Noticed an ancient lich
363920 | Zig:16   | Noticed an ancient lich
363921 | Zig:16   | Noticed an ancient lich
363921 | Zig:16   | Noticed an ancient lich
363921 | Zig:16   | Noticed an ancient lich
363921 | Zig:16   | Noticed an ancient lich
363921 | Zig:16   | Noticed an ancient lich
363921 | Zig:16   | Noticed an ancient lich
363921 | Zig:16   | Noticed an ancient lich
363921 | Zig:16   | Noticed an ancient lich
363922 | Zig:16   | Noticed an ancient lich
363922 | Zig:16   | Noticed an ancient lich
363922 | Zig:16   | Noticed an ancient lich
363922 | Zig:16   | Noticed an ancient lich
363922 | Zig:16   | Noticed an ancient lich
363922 | Zig:16   | Noticed an ancient lich
363922 | Zig:16   | Noticed an ancient lich
363922 | Zig:16   | Noticed an ancient lich
363923 | Zig:16   | Noticed an ancient lich
363923 | Zig:16   | Noticed an ancient lich
363923 | Zig:16   | Noticed an ancient lich
363923 | Zig:16   | Noticed an ancient lich
363923 | Zig:16   | Noticed an ancient lich
363923 | Zig:16   | Noticed an ancient lich
363923 | Zig:16   | Noticed an ancient lich
363923 | Zig:16   | Noticed an ancient lich
363923 | Zig:16   | Noticed an ancient lich
363923 | Zig:16   | Noticed an ancient lich
363923 | Zig:16   | Killed an ancient lich
363923 | Zig:16   | Killed an ancient lich
363923 | Zig:16   | Killed an ancient lich
363923 | Zig:16   | Killed an ancient lich
363923 | Zig:16   | Killed an ancient lich
363923 | Zig:16   | Killed an ancient lich
363923 | Zig:16   | Killed an ancient lich
363923 | Zig:16   | Killed an ancient lich
363923 | Zig:16   | Killed an ancient lich
363923 | Zig:16   | Killed an ancient lich
363923 | Zig:16   | Killed an ancient lich
363923 | Zig:16   | Killed an ancient lich
363923 | Zig:16   | Killed an ancient lich
363923 | Zig:16   | Killed an ancient lich
363923 | Zig:16   | Killed an ancient lich
363923 | Zig:16   | Killed an ancient lich
363923 | Zig:16   | Killed an ancient lich
363923 | Zig:16   | Killed an ancient lich
363923 | Zig:16   | Killed an ancient lich
363923 | Zig:16   | Killed an ancient lich
363923 | Zig:16   | Killed an ancient lich
363923 | Zig:16   | Killed an ancient lich
363923 | Zig:16   | Killed an ancient lich
363923 | Zig:16   | Killed an ancient lich
363923 | Zig:16   | Killed an ancient lich
363923 | Zig:16   | Killed an ancient lich
363923 | Zig:16   | Killed an ancient lich
363923 | Zig:16   | Killed an ancient lich
363923 | Zig:16   | Killed an ancient lich
363923 | Zig:16   | Killed an ancient lich
363923 | Zig:16   | Killed an ancient lich
363923 | Zig:16   | Killed an ancient lich
363923 | Zig:16   | Killed an ancient lich
363923 | Zig:16   | Killed an ancient lich
363923 | Zig:16   | Killed an ancient lich
363923 | Zig:16   | Killed an ancient lich
363924 | Zig:16   | Noticed an ancient lich
363924 | Zig:16   | Noticed an ancient lich
363924 | Zig:16   | Noticed an ancient lich
363924 | Zig:16   | Noticed an ancient lich
363924 | Zig:16   | Killed an ancient lich
363925 | Zig:16   | Noticed an ancient lich
363925 | Zig:16   | Noticed an ancient lich
363925 | Zig:16   | Killed an ancient lich
363925 | Zig:16   | Killed an ancient lich
363925 | Zig:16   | Killed an ancient lich
363926 | Zig:16   | Noticed an ancient lich
363926 | Zig:16   | Killed an ancient lich
363926 | Zig:16   | Killed an ancient lich
363926 | Zig:16   | Killed an ancient lich
363926 | Zig:16   | Killed an ancient lich
363926 | Zig:16   | Killed an ancient lich
363926 | Zig:16   | Killed an ancient lich
363926 | Zig:16   | Killed an ancient lich
363926 | Zig:16   | Killed an ancient lich
363926 | Zig:16   | Killed an ancient lich
363926 | Zig:16   | Killed an ancient lich
363926 | Zig:16   | Killed an ancient lich
363926 | Zig:16   | Killed an ancient lich
363926 | Zig:16   | Killed an ancient lich
363926 | Zig:16   | Killed an ancient lich
363926 | Zig:16   | Killed an ancient lich
363926 | Zig:16   | Killed an ancient lich
363926 | Zig:16   | Killed an ancient lich
363926 | Zig:16   | Killed an ancient lich
363926 | Zig:16   | Killed an ancient lich
363926 | Zig:16   | Killed an ancient lich
363926 | Zig:16   | Killed an ancient lich
363927 | Zig:16   | Noticed an ancient lich
363927 | Zig:16   | Noticed an ancient lich
363927 | Zig:16   | Noticed an ancient lich
363927 | Zig:16   | Noticed an ancient lich
363927 | Zig:16   | Noticed an ancient lich
363927 | Zig:16   | Noticed an ancient lich
363927 | Zig:16   | Killed an ancient lich
363928 | Zig:16   | Noticed an ancient lich
363928 | Zig:16   | Noticed an ancient lich
363928 | Zig:16   | Noticed an ancient lich
363928 | Zig:16   | Noticed an ancient lich
363928 | Zig:16   | Noticed an ancient lich
363928 | Zig:16   | Killed an ancient lich
363928 | Zig:16   | Killed an ancient lich
363929 | Zig:16   | Noticed an ancient lich
363929 | Zig:16   | Noticed an ancient lich
363929 | Zig:16   | Noticed an ancient lich
363929 | Zig:16   | Killed an ancient lich
363930 | Zig:16   | Noticed an ancient lich
363931 | Zig:16   | Noticed an ancient lich
363932 | Zig:16   | Killed an ancient lich
363932 | Zig:16   | Killed an ancient lich
363932 | Zig:16   | Killed an ancient lich
363932 | Zig:16   | Killed an ancient lich
363932 | Zig:16   | Killed an ancient lich
363932 | Zig:16   | Killed an ancient lich
363932 | Zig:16   | Killed an ancient lich
363932 | Zig:16   | Killed an ancient lich
363932 | Zig:16   | Killed an ancient lich
363933 | Zig:16   | Killed an ancient lich
363933 | Zig:16   | Killed an ancient lich
363933 | Zig:16   | Killed an ancient lich
363933 | Zig:16   | Killed an ancient lich
363933 | Zig:16   | Killed an ancient lich
363933 | Zig:16   | Killed an ancient lich
363933 | Zig:16   | Killed an ancient lich
363935 | Zig:16   | Killed an ancient lich
364041 | Zig:16   | Got a coiled lapis lazuli ring
364043 | Zig:16   | Identified the ring of the Empire {Wiz Dex+2} (You found it on level 16 of a ziggurat)
364048 | Zig:16   | Identified the +0 pair of boots of the Neverending Songs {-Cast rElec rF- Slay+6} (You found it on level 16 of a ziggurat)
364072 | Zig:16   | Got a translucent ivory ring
364073 | Zig:16   | Identified the ring "Viduyfup" {rF+ EV+6} (You found it on level 16 of a ziggurat)
364078 | Zig:16   | Got an ancient glass ring
364080 | Zig:16   | Identified the ring of Ephemeral Luck {Wiz +Blink +Fly rElec Dex-4} (You found it on level 16 of a ziggurat)
364146 | Zig:17   | Entered Level 17 of a ziggurat
364146 | Zig:17   | Noticed a greater mummy
364146 | Zig:17   | Noticed a greater mummy
364146 | Zig:17   | Noticed a greater mummy
364146 | Zig:17   | Noticed a greater mummy
364146 | Zig:17   | Noticed a greater mummy
364146 | Zig:17   | Noticed a greater mummy
364146 | Zig:17   | Noticed a greater mummy
364146 | Zig:17   | Noticed a greater mummy
364146 | Zig:17   | Noticed a greater mummy
364146 | Zig:17   | Noticed a greater mummy
364146 | Zig:17   | Noticed a greater mummy
364146 | Zig:17   | Noticed a greater mummy
364146 | Zig:17   | Noticed a greater mummy
364148 | Zig:17   | Noticed a greater mummy
364148 | Zig:17   | Noticed a greater mummy
364148 | Zig:17   | Noticed a greater mummy
364148 | Zig:17   | Noticed a greater mummy
364148 | Zig:17   | Noticed a greater mummy
364148 | Zig:17   | Noticed a greater mummy
364149 | Zig:17   | Noticed a greater mummy
364149 | Zig:17   | Killed a greater mummy
364149 | Zig:17   | Killed a greater mummy
364149 | Zig:17   | Killed a greater mummy
364149 | Zig:17   | Killed a greater mummy
364149 | Zig:17   | Killed a greater mummy
364149 | Zig:17   | Killed a greater mummy
364149 | Zig:17   | Killed a greater mummy
364149 | Zig:17   | Killed a greater mummy
364150 | Zig:17   | Killed a greater mummy
364151 | Zig:17   | Noticed a greater mummy
364151 | Zig:17   | Killed a greater mummy
364151 | Zig:17   | Killed a greater mummy
364151 | Zig:17   | Killed a greater mummy
364151 | Zig:17   | Killed a greater mummy
364151 | Zig:17   | Killed a greater mummy
364152 | Zig:17   | Killed a greater mummy
364152 | Zig:17   | Killed a greater mummy
364152 | Zig:17   | Killed a greater mummy
364152 | Zig:17   | Killed a greater mummy
364153 | Zig:17   | Noticed a greater mummy
364153 | Zig:17   | Noticed a greater mummy
364153 | Zig:17   | Killed a greater mummy
364153 | Zig:17   | Killed a greater mummy
364154 | Zig:17   | Noticed a greater mummy
364154 | Zig:17   | Noticed a greater mummy
364154 | Zig:17   | Noticed a greater mummy
364155 | Zig:17   | Killed a greater mummy
364156 | Zig:17   | Noticed a greater mummy
364157 | Zig:17   | Noticed a greater mummy
364157 | Zig:17   | Killed a greater mummy
364157 | Zig:17   | Killed a greater mummy
364158 | Zig:17   | Noticed an ancient lich
364158 | Zig:17   | Noticed a greater mummy
364158 | Zig:17   | Noticed a greater mummy
364158 | Zig:17   | Noticed a greater mummy
364158 | Zig:17   | Killed a greater mummy
364158 | Zig:17   | Killed a greater mummy
364158 | Zig:17   | Killed an ancient lich
364158 | Zig:17   | Killed a greater mummy
364158 | Zig:17   | Killed a greater mummy
364159 | Zig:17   | Noticed a greater mummy
364159 | Zig:17   | Noticed a greater mummy
364159 | Zig:17   | Killed a greater mummy
364159 | Zig:17   | Killed a greater mummy
364159 | Zig:17   | Killed a greater mummy
364159 | Zig:17   | Killed a greater mummy
364160 | Zig:17   | Noticed a greater mummy
364160 | Zig:17   | Noticed a greater mummy
364160 | Zig:17   | Noticed a greater mummy
364160 | Zig:17   | Noticed a greater mummy
364160 | Zig:17   | Noticed a greater mummy
364160 | Zig:17   | Noticed a greater mummy
364161 | Zig:17   | Noticed a greater mummy
364161 | Zig:17   | Noticed a greater mummy
364161 | Zig:17   | Killed a greater mummy
364162 | Zig:17   | Noticed a greater mummy
364162 | Zig:17   | Noticed a greater mummy
364162 | Zig:17   | Noticed a greater mummy
364163 | Zig:17   | Noticed a greater mummy
364163 | Zig:17   | Killed a greater mummy
364163 | Zig:17   | Killed a greater mummy
364163 | Zig:17   | Killed a greater mummy
364164 | Zig:17   | Noticed a greater mummy
364164 | Zig:17   | Noticed a greater mummy
364164 | Zig:17   | Noticed a greater mummy
364164 | Zig:17   | Killed a greater mummy
364164 | Zig:17   | Killed a greater mummy
364164 | Zig:17   | Killed a greater mummy
364164 | Zig:17   | Killed a greater mummy
364164 | Zig:17   | Killed a greater mummy
364165 | Zig:17   | Noticed a greater mummy
364165 | Zig:17   | Noticed a greater mummy
364165 | Zig:17   | Noticed a greater mummy
364165 | Zig:17   | Noticed a greater mummy
364166 | Zig:17   | Noticed a greater mummy
364166 | Zig:17   | Noticed a greater mummy
364167 | Zig:17   | Killed a greater mummy
364167 | Zig:17   | Killed a greater mummy
364167 | Zig:17   | Killed a greater mummy
364167 | Zig:17   | Killed a greater mummy
364167 | Zig:17   | Killed a greater mummy
364167 | Zig:17   | Killed a greater mummy
364167 | Zig:17   | Killed a greater mummy
364168 | Zig:17   | Noticed a greater mummy
364168 | Zig:17   | Noticed a greater mummy
364168 | Zig:17   | Noticed a greater mummy
364169 | Zig:17   | Noticed a greater mummy
364169 | Zig:17   | Killed a greater mummy
364169 | Zig:17   | Killed a greater mummy
364169 | Zig:17   | Killed a greater mummy
364169 | Zig:17   | Killed a greater mummy
364170 | Zig:17   | Noticed a greater mummy
364170 | Zig:17   | Killed a greater mummy
364170 | Zig:17   | Killed a greater mummy
364170 | Zig:17   | Killed a greater mummy
364171 | Zig:17   | Noticed a greater mummy
364171 | Zig:17   | Noticed a greater mummy
364171 | Zig:17   | Noticed a greater mummy
364171 | Zig:17   | Killed a greater mummy
364171 | Zig:17   | Killed a greater mummy
364171 | Zig:17   | Killed a greater mummy
364172 | Zig:17   | Noticed a greater mummy
364172 | Zig:17   | Noticed a greater mummy
364172 | Zig:17   | Noticed a greater mummy
364172 | Zig:17   | Noticed a greater mummy
364172 | Zig:17   | Killed a greater mummy
364172 | Zig:17   | Killed a greater mummy
364173 | Zig:17   | Noticed a greater mummy
364173 | Zig:17   | Noticed a greater mummy
364173 | Zig:17   | Noticed a greater mummy
364174 | Zig:17   | Killed a greater mummy
364174 | Zig:17   | Killed a greater mummy
364174 | Zig:17   | Killed a greater mummy
364175 | Zig:17   | Noticed a greater mummy
364175 | Zig:17   | Noticed a greater mummy
364176 | Zig:17   | Noticed a greater mummy
364176 | Zig:17   | Killed a greater mummy
364176 | Zig:17   | Killed a greater mummy
364177 | Zig:17   | Killed a greater mummy
364177 | Zig:17   | Killed a greater mummy
364177 | Zig:17   | Killed a greater mummy
364178 | Zig:17   | Noticed a greater mummy
364178 | Zig:17   | Noticed a greater mummy
364178 | Zig:17   | Killed a greater mummy
364178 | Zig:17   | Killed a greater mummy
364179 | Zig:17   | Noticed a greater mummy
364179 | Zig:17   | Noticed a greater mummy
364179 | Zig:17   | Killed a greater mummy
364179 | Zig:17   | Killed a greater mummy
364180 | Zig:17   | Noticed a greater mummy
364180 | Zig:17   | Noticed a greater mummy
364181 | Zig:17   | Noticed a greater mummy
364181 | Zig:17   | Killed a greater mummy
364181 | Zig:17   | Killed a greater mummy
364182 | Zig:17   | Noticed a greater mummy
364183 | Zig:17   | Killed a greater mummy
364183 | Zig:17   | Killed a greater mummy
364184 | Zig:17   | Killed a greater mummy
364184 | Zig:17   | Killed a greater mummy
364184 | Zig:17   | Killed a greater mummy
364184 | Zig:17   | Killed a greater mummy
364185 | Zig:17   | Killed a greater mummy
364187 | Zig:17   | Noticed a greater mummy
364193 | Zig:17   | Killed a greater mummy
364214 | Zig:17   | Got a coiled bronze ring
364216 | Zig:17   | Identified the ring "Taybi Oro" {Str+3 Int+2} (You found it on level 17 of a ziggurat)
364323 | Zig:18   | Entered Level 18 of a ziggurat
364587 | Zig:18   | Got a twitching tin ring
364589 | Zig:18   | Identified the ring "Bits" {rPois MR- Str+4 Int+7} (You found it on level 18 of a ziggurat)
364595 | Zig:18   | Got a glittering platinum amulet
364596 | Zig:18   | Identified the amulet of Navub {Inacc rElec rF+++ Str+3 Dex-3} (You found it on level 18 of a ziggurat)
364599 | Zig:18   | Got an ancient zirconium amulet
364600 | Zig:18   | Identified the amulet "Durual" {Inacc Dex+2} (You found it on level 18 of a ziggurat)
364606 | Zig:18   | Got a flickering bronze ring
364608 | Zig:18   | Identified the ring "Xocame" {rCorr Int+6} (You found it on level 18 of a ziggurat)
364623 | Zig:18   | Got a glittering glass ring
364624 | Zig:18   | Identified the ring of the Equinox {rF+ rC+ Int-2 Stlth+} (You found it on level 18 of a ziggurat)
364630 | Zig:18   | Got a flickering pewter ring
364631 | Zig:18   | Identified the ring of Elys {rF+ Int+7 Dex-5} (You found it on level 18 of a ziggurat)
364744 | Zig:19   | Entered Level 19 of a ziggurat
364886 | Zig:19   | Got a wavering silver ring
364888 | Zig:19   | Identified the ring "Feol" {+Inv rPois Str+3 SInv} (You found it on level 19 of a ziggurat)
365024 | Zig:20   | Entered Level 20 of a ziggurat
365495 | Zig:20   | Got a crude brass amulet
365496 | Zig:20   | Identified the amulet of Weffab {Inacc rN+ Int+3} (You found it on level 20 of a ziggurat)
365527 | Zig:20   | Got a faintly glowing silver ring
365528 | Zig:20   | Identified the ring of the Wary Cities {Fire rN++} (You found it on level 20 of a ziggurat)
365531 | Zig:20   | Identified the Disquisition on Boosting Curses
365799 | Zig:21   | Entered Level 21 of a ziggurat
365880 | Zig:21   | Identified the Papyrus of Hurtful Transmigration
365891 | Zig:21   | Got a serpentine pewter amulet
365892 | Zig:21   | Identified the amulet "Banowif" {RegenMP rF++ Stlth+} (You found it on level 21 of a ziggurat)
365899 | Zig:21   | Got a flickering golden ring
365901 | Zig:21   | Identified the ring of Ovuef {+Fly rF+} (You found it on level 21 of a ziggurat)
365920 | Zig:21   | Identified the Compendium of Confrontation
366353 | Zig:22   | Entered Level 22 of a ziggurat
366353 | Zig:22   | Noticed a greater mummy
366354 | Zig:22   | Noticed a greater mummy
366354 | Zig:22   | Noticed a greater mummy
366354 | Zig:22   | Noticed a greater mummy
366354 | Zig:22   | Noticed a greater mummy
366355 | Zig:22   | Noticed a greater mummy
366355 | Zig:22   | Noticed a greater mummy
366357 | Zig:22   | Noticed a greater mummy
366357 | Zig:22   | Noticed a greater mummy
366357 | Zig:22   | Noticed a greater mummy
366357 | Zig:22   | Noticed a greater mummy
366357 | Zig:22   | Noticed a greater mummy
366358 | Zig:22   | Killed a greater mummy
366359 | Zig:22   | Noticed a greater mummy
366359 | Zig:22   | Noticed a greater mummy
366359 | Zig:22   | Noticed a greater mummy
366359 | Zig:22   | Noticed a greater mummy
366359 | Zig:22   | Noticed a greater mummy
366359 | Zig:22   | Noticed a greater mummy
366359 | Zig:22   | Killed a greater mummy
366360 | Zig:22   | Killed a greater mummy
366360 | Zig:22   | Killed a greater mummy
366361 | Zig:22   | Killed a greater mummy
366361 | Zig:22   | Killed a greater mummy
366361 | Zig:22   | Killed a greater mummy
366361 | Zig:22   | Killed a greater mummy
366362 | Zig:22   | Noticed a greater mummy
366362 | Zig:22   | Killed a greater mummy
366362 | Zig:22   | Killed a greater mummy
366362 | Zig:22   | Killed a greater mummy
366362 | Zig:22   | Killed a greater mummy
366362 | Zig:22   | Killed a greater mummy
366362 | Zig:22   | Killed a greater mummy
366362 | Zig:22   | Killed a greater mummy
366362 | Zig:22   | Killed a greater mummy
366363 | Zig:22   | Noticed a greater mummy
366363 | Zig:22   | Noticed a greater mummy
366363 | Zig:22   | Noticed a greater mummy
366363 | Zig:22   | Noticed a greater mummy
366363 | Zig:22   | Noticed a greater mummy
366363 | Zig:22   | Noticed a greater mummy
366363 | Zig:22   | Noticed a greater mummy
366363 | Zig:22   | Noticed a greater mummy
366363 | Zig:22   | Noticed a greater mummy
366363 | Zig:22   | Noticed a greater mummy
366363 | Zig:22   | Noticed a greater mummy
366363 | Zig:22   | Noticed a greater mummy
366363 | Zig:22   | Noticed a greater mummy
366364 | Zig:22   | Noticed a greater mummy
366364 | Zig:22   | Noticed a greater mummy
366364 | Zig:22   | Noticed a greater mummy
366364 | Zig:22   | Noticed a greater mummy
366364 | Zig:22   | Noticed a greater mummy
366365 | Zig:22   | Noticed a greater mummy
366365 | Zig:22   | Killed a greater mummy
366365 | Zig:22   | Killed a greater mummy
366365 | Zig:22   | Killed a greater mummy
366366 | Zig:22   | Noticed a greater mummy
366366 | Zig:22   | Noticed a greater mummy
366366 | Zig:22   | Noticed a greater mummy
366366 | Zig:22   | Noticed a greater mummy
366366 | Zig:22   | Killed a greater mummy
366366 | Zig:22   | Killed a greater mummy
366367 | Zig:22   | Noticed a greater mummy
366367 | Zig:22   | Noticed a greater mummy
366367 | Zig:22   | Noticed a greater mummy
366367 | Zig:22   | Noticed a greater mummy
366367 | Zig:22   | Noticed a greater mummy
366367 | Zig:22   | Noticed a greater mummy
366367 | Zig:22   | Noticed a greater mummy
366367 | Zig:22   | Noticed a greater mummy
366367 | Zig:22   | Noticed a greater mummy
366367 | Zig:22   | Noticed a greater mummy
366367 | Zig:22   | Killed a greater mummy
366367 | Zig:22   | Killed a greater mummy
366367 | Zig:22   | Killed a greater mummy
366367 | Zig:22   | Killed a greater mummy
366367 | Zig:22   | Killed a greater mummy
366367 | Zig:22   | Killed a greater mummy
366368 | Zig:22   | Killed a greater mummy
366368 | Zig:22   | Killed a greater mummy
366368 | Zig:22   | Killed a greater mummy
366368 | Zig:22   | Killed a greater mummy
366368 | Zig:22   | Killed a greater mummy
366368 | Zig:22   | Killed a greater mummy
366369 | Zig:22   | Killed a greater mummy
366369 | Zig:22   | Killed a greater mummy
366369 | Zig:22   | Killed a greater mummy
366369 | Zig:22   | Killed a greater mummy
366370 | Zig:22   | Noticed a greater mummy
366370 | Zig:22   | Noticed a greater mummy
366370 | Zig:22   | Noticed a greater mummy
366370 | Zig:22   | Noticed a greater mummy
366371 | Zig:22   | Noticed a greater mummy
366371 | Zig:22   | Killed a greater mummy
366371 | Zig:22   | Killed a greater mummy
366371 | Zig:22   | Killed a greater mummy
366371 | Zig:22   | Killed a greater mummy
366371 | Zig:22   | Killed a greater mummy
366371 | Zig:22   | Killed a greater mummy
366371 | Zig:22   | Killed a greater mummy
366371 | Zig:22   | Killed a greater mummy
366371 | Zig:22   | Killed a greater mummy
366372 | Zig:22   | Noticed a greater mummy
366372 | Zig:22   | Noticed a greater mummy
366372 | Zig:22   | Noticed a greater mummy
366372 | Zig:22   | Killed a greater mummy
366372 | Zig:22   | Killed a greater mummy
366373 | Zig:22   | Noticed a greater mummy
366373 | Zig:22   | Noticed a greater mummy
366373 | Zig:22   | Noticed a greater mummy
366373 | Zig:22   | Noticed a greater mummy
366373 | Zig:22   | Noticed a greater mummy
366373 | Zig:22   | Killed a greater mummy
366373 | Zig:22   | Killed a greater mummy
366373 | Zig:22   | Killed a greater mummy
366373 | Zig:22   | Killed a greater mummy
366374 | Zig:22   | Noticed a greater mummy
366374 | Zig:22   | Noticed a greater mummy
366374 | Zig:22   | Noticed a greater mummy
366374 | Zig:22   | Noticed a greater mummy
366374 | Zig:22   | Noticed a greater mummy
366374 | Zig:22   | Noticed a greater mummy
366374 | Zig:22   | Noticed a greater mummy
366374 | Zig:22   | Killed a greater mummy
366374 | Zig:22   | Killed a greater mummy
366374 | Zig:22   | Killed a greater mummy
366374 | Zig:22   | Killed a greater mummy
366375 | Zig:22   | Noticed a greater mummy
366375 | Zig:22   | Noticed a greater mummy
366375 | Zig:22   | Noticed a greater mummy
366375 | Zig:22   | Noticed a greater mummy
366375 | Zig:22   | Noticed a greater mummy
366375 | Zig:22   | Noticed a greater mummy
366375 | Zig:22   | Killed a greater mummy
366375 | Zig:22   | Killed a greater mummy
366376 | Zig:22   | Noticed a greater mummy
366376 | Zig:22   | Noticed a greater mummy
366376 | Zig:22   | Noticed a greater mummy
366376 | Zig:22   | Noticed a greater mummy
366376 | Zig:22   | Noticed a greater mummy
366377 | Zig:22   | Killed a greater mummy
366377 | Zig:22   | Killed a greater mummy
366377 | Zig:22   | Killed a greater mummy
366377 | Zig:22   | Killed a greater mummy
366377 | Zig:22   | Killed a greater mummy
366377 | Zig:22   | Killed a greater mummy
366377 | Zig:22   | Killed a greater mummy
366377 | Zig:22   | Killed a greater mummy
366377 | Zig:22   | Killed a greater mummy
366377 | Zig:22   | Killed a greater mummy
366377 | Zig:22   | Killed a greater mummy
366378 | Zig:22   | Noticed a greater mummy
366378 | Zig:22   | Noticed a greater mummy
366378 | Zig:22   | Noticed a greater mummy
366378 | Zig:22   | Killed a greater mummy
366378 | Zig:22   | Killed a greater mummy
366378 | Zig:22   | Killed a greater mummy
366379 | Zig:22   | Noticed a greater mummy
366379 | Zig:22   | Noticed a greater mummy
366379 | Zig:22   | Noticed a greater mummy
366379 | Zig:22   | Noticed a greater mummy
366379 | Zig:22   | Noticed a greater mummy
366379 | Zig:22   | Noticed a greater mummy
366379 | Zig:22   | Killed a greater mummy
366379 | Zig:22   | Killed a greater mummy
366379 | Zig:22   | Killed a greater mummy
366379 | Zig:22   | Killed a greater mummy
366380 | Zig:22   | Noticed a greater mummy
366380 | Zig:22   | Killed a greater mummy
366380 | Zig:22   | Killed a greater mummy
366380 | Zig:22   | Killed a greater mummy
366381 | Zig:22   | Noticed a greater mummy
366381 | Zig:22   | Killed a greater mummy
366381 | Zig:22   | Killed a greater mummy
366381 | Zig:22   | Killed a greater mummy
366382 | Zig:22   | Noticed a greater mummy
366382 | Zig:22   | Noticed a greater mummy
366382 | Zig:22   | Noticed a greater mummy
366382 | Zig:22   | Noticed a greater mummy
366383 | Zig:22   | Noticed a greater mummy
366383 | Zig:22   | Killed a greater mummy
366383 | Zig:22   | Killed a greater mummy
366383 | Zig:22   | Killed a greater mummy
366383 | Zig:22   | Killed a greater mummy
366383 | Zig:22   | Killed a greater mummy
366383 | Zig:22   | Killed a greater mummy
366383 | Zig:22   | Killed a greater mummy
366383 | Zig:22   | Killed a greater mummy
366383 | Zig:22   | Killed a greater mummy
366383 | Zig:22   | Killed a greater mummy
366383 | Zig:22   | Killed a greater mummy
366385 | Zig:22   | Noticed a greater mummy
366385 | Zig:22   | Killed a greater mummy
366385 | Zig:22   | Killed a greater mummy
366386 | Zig:22   | Noticed a greater mummy
366386 | Zig:22   | Noticed a greater mummy
366386 | Zig:22   | Killed a greater mummy
366386 | Zig:22   | Killed a greater mummy
366386 | Zig:22   | Killed a greater mummy
366386 | Zig:22   | Killed a greater mummy
366387 | Zig:22   | Noticed a greater mummy
366387 | Zig:22   | Noticed a greater mummy
366387 | Zig:22   | Noticed a greater mummy
366387 | Zig:22   | Noticed a greater mummy
366387 | Zig:22   | Killed a greater mummy
366387 | Zig:22   | Killed a greater mummy
366387 | Zig:22   | Killed a greater mummy
366388 | Zig:22   | Noticed a greater mummy
366388 | Zig:22   | Noticed a greater mummy
366388 | Zig:22   | Noticed a greater mummy
366388 | Zig:22   | Noticed a greater mummy
366388 | Zig:22   | Noticed a greater mummy
366388 | Zig:22   | Noticed a greater mummy
366389 | Zig:22   | Killed a greater mummy
366389 | Zig:22   | Killed a greater mummy
366389 | Zig:22   | Killed a greater mummy
366390 | Zig:22   | Noticed a greater mummy
366390 | Zig:22   | Noticed a greater mummy
366391 | Zig:22   | Noticed a greater mummy
366391 | Zig:22   | Noticed a greater mummy
366391 | Zig:22   | Noticed a greater mummy
366391 | Zig:22   | Killed a greater mummy
366391 | Zig:22   | Killed a greater mummy
366391 | Zig:22   | Killed a greater mummy
366391 | Zig:22   | Killed a greater mummy
366392 | Zig:22   | Noticed a greater mummy
366392 | Zig:22   | Killed a greater mummy
366392 | Zig:22   | Killed a greater mummy
366392 | Zig:22   | Killed a greater mummy
366393 | Zig:22   | Noticed a greater mummy
366393 | Zig:22   | Noticed a greater mummy
366393 | Zig:22   | Noticed a greater mummy
366394 | Zig:22   | Noticed a greater mummy
366394 | Zig:22   | Noticed a greater mummy
366395 | Zig:22   | Noticed a greater mummy
366396 | Zig:22   | Killed a greater mummy
366396 | Zig:22   | Killed a greater mummy
366396 | Zig:22   | Killed a greater mummy
366396 | Zig:22   | Killed a greater mummy
366396 | Zig:22   | Killed a greater mummy
366397 | Zig:22   | Noticed a greater mummy
366397 | Zig:22   | Noticed a greater mummy
366398 | Zig:22   | Noticed a greater mummy
366398 | Zig:22   | Killed a greater mummy
366398 | Zig:22   | Killed a greater mummy
366398 | Zig:22   | Killed a greater mummy
366398 | Zig:22   | Killed a greater mummy
366398 | Zig:22   | Killed a greater mummy
366398 | Zig:22   | Killed a greater mummy
366398 | Zig:22   | Killed a greater mummy
366400 | Zig:22   | Killed a greater mummy
366400 | Zig:22   | Killed a greater mummy
366402 | Zig:22   | Killed a greater mummy
366417 | Zig:22   | Got a coiled golden ring
366419 | Zig:22   | Identified the ring "Hoecsaysu" {Fire Str+6} (You found it on level 22 of a ziggurat)
366425 | Zig:22   | Identified the +3 cloak of the Known World {Dex+2 SInv} (You found it on level 22 of a ziggurat)
366433 | Zig:22   | Got a serpentine copper ring
366434 | Zig:22   | Identified the ring "Ber Miu" {MR+ AC+2} (You found it on level 22 of a ziggurat)
366561 | Zig:22   | Identified the Disquisition on Floating Aid
366586 | Zig:23   | Entered Level 23 of a ziggurat
366668 | Zig:23   | Identified the Compendium of Orientation and Transformation
366688 | Zig:23   | Got a heavily runed iron ring
366690 | Zig:23   | Identified the ring "Dicec" {rF+ Dex+5 SInv} (You found it on level 23 of a ziggurat)
366920 | Zig:24   | Entered Level 24 of a ziggurat
366923 | Zig:24   | Noticed a greater mummy
366923 | Zig:24   | Noticed a greater mummy
366923 | Zig:24   | Noticed a greater mummy
366923 | Zig:24   | Noticed a greater mummy
366924 | Zig:24   | Noticed a greater mummy
366926 | Zig:24   | Noticed a greater mummy
366926 | Zig:24   | Noticed a greater mummy
366926 | Zig:24   | Noticed a greater mummy
366926 | Zig:24   | Noticed a greater mummy
366927 | Zig:24   | Noticed a greater mummy
366927 | Zig:24   | Noticed a greater mummy
366927 | Zig:24   | Noticed a greater mummy
366927 | Zig:24   | Noticed a greater mummy
366927 | Zig:24   | Noticed a greater mummy
366929 | Zig:24   | Killed a greater mummy
366929 | Zig:24   | Killed a greater mummy
366929 | Zig:24   | Killed a greater mummy
366930 | Zig:24   | Noticed a greater mummy
366930 | Zig:24   | Killed a greater mummy
366930 | Zig:24   | Killed a greater mummy
366930 | Zig:24   | Killed a greater mummy
366930 | Zig:24   | Killed a greater mummy
366930 | Zig:24   | Killed a greater mummy
366930 | Zig:24   | Killed a greater mummy
366931 | Zig:24   | Noticed a greater mummy
366931 | Zig:24   | Noticed a greater mummy
366931 | Zig:24   | Noticed a greater mummy
366931 | Zig:24   | Noticed a greater mummy
366931 | Zig:24   | Noticed a greater mummy
366931 | Zig:24   | Noticed a greater mummy
366931 | Zig:24   | Noticed a greater mummy
366931 | Zig:24   | Killed a greater mummy
366931 | Zig:24   | Killed a greater mummy
366931 | Zig:24   | Killed a greater mummy
366932 | Zig:24   | Noticed a greater mummy
366933 | Zig:24   | Noticed a greater mummy
366934 | Zig:24   | Noticed a greater mummy
366934 | Zig:24   | Noticed a greater mummy
366934 | Zig:24   | Noticed a greater mummy
366935 | Zig:24   | Noticed a greater mummy
366935 | Zig:24   | Noticed a greater mummy
366935 | Zig:24   | Killed a greater mummy
366935 | Zig:24   | Killed a greater mummy
366935 | Zig:24   | Killed a greater mummy
366935 | Zig:24   | Killed a greater mummy
366935 | Zig:24   | Killed a greater mummy
366936 | Zig:24   | Noticed a greater mummy
366936 | Zig:24   | Noticed a greater mummy
366936 | Zig:24   | Killed a greater mummy
366936 | Zig:24   | Killed a greater mummy
366937 | Zig:24   | Noticed a greater mummy
366937 | Zig:24   | Noticed a greater mummy
366937 | Zig:24   | Killed a greater mummy
366937 | Zig:24   | Killed a greater mummy
366938 | Zig:24   | Noticed a greater mummy
366938 | Zig:24   | Noticed a greater mummy
366938 | Zig:24   | Noticed a greater mummy
366938 | Zig:24   | Noticed a greater mummy
366938 | Zig:24   | Noticed a greater mummy
366938 | Zig:24   | Noticed a greater mummy
366938 | Zig:24   | Noticed a greater mummy
366938 | Zig:24   | Noticed a greater mummy
366938 | Zig:24   | Noticed a greater mummy
366938 | Zig:24   | Killed a greater mummy
366938 | Zig:24   | Killed a greater mummy
366938 | Zig:24   | Killed a greater mummy
366938 | Zig:24   | Killed a greater mummy
366938 | Zig:24   | Killed a greater mummy
366939 | Zig:24   | Noticed a greater mummy
366939 | Zig:24   | Noticed a greater mummy
366939 | Zig:24   | Noticed a greater mummy
366939 | Zig:24   | Killed a greater mummy
366940 | Zig:24   | Noticed a greater mummy
366940 | Zig:24   | Noticed a greater mummy
366941 | Zig:24   | Noticed a greater mummy
366941 | Zig:24   | Noticed a greater mummy
366941 | Zig:24   | Noticed a greater mummy
366941 | Zig:24   | Noticed a greater mummy
366941 | Zig:24   | Noticed a greater mummy
366941 | Zig:24   | Noticed a greater mummy
366941 | Zig:24   | Noticed a greater mummy
366941 | Zig:24   | Killed a greater mummy
366941 | Zig:24   | Killed a greater mummy
366941 | Zig:24   | Killed a greater mummy
366942 | Zig:24   | Noticed a greater mummy
366942 | Zig:24   | Noticed a greater mummy
366942 | Zig:24   | Noticed a greater mummy
366942 | Zig:24   | Noticed a greater mummy
366942 | Zig:24   | Noticed a greater mummy
366942 | Zig:24   | Noticed a greater mummy
366942 | Zig:24   | Noticed a greater mummy
366942 | Zig:24   | Noticed a greater mummy
366942 | Zig:24   | Noticed a greater mummy
366943 | Zig:24   | Noticed a greater mummy
366943 | Zig:24   | Noticed a greater mummy
366943 | Zig:24   | Noticed a greater mummy
366943 | Zig:24   | Noticed a greater mummy
366943 | Zig:24   | Killed a greater mummy
366943 | Zig:24   | Killed a greater mummy
366943 | Zig:24   | Killed a greater mummy
366943 | Zig:24   | Killed a greater mummy
366943 | Zig:24   | Killed a greater mummy
366943 | Zig:24   | Killed a greater mummy
366943 | Zig:24   | Killed a greater mummy
366943 | Zig:24   | Killed a greater mummy
366943 | Zig:24   | Killed a greater mummy
366943 | Zig:24   | Killed a greater mummy
366943 | Zig:24   | Killed a greater mummy
366943 | Zig:24   | Killed a greater mummy
366944 | Zig:24   | Noticed a greater mummy
366944 | Zig:24   | Noticed a greater mummy
366944 | Zig:24   | Noticed a greater mummy
366944 | Zig:24   | Noticed a greater mummy
366944 | Zig:24   | Noticed a greater mummy
366944 | Zig:24   | Killed a greater mummy
366945 | Zig:24   | Noticed a greater mummy
366945 | Zig:24   | Noticed a greater mummy
366945 | Zig:24   | Noticed a greater mummy
366945 | Zig:24   | Noticed a greater mummy
366945 | Zig:24   | Noticed a greater mummy
366945 | Zig:24   | Killed a greater mummy
366945 | Zig:24   | Killed a greater mummy
366945 | Zig:24   | Killed a greater mummy
366945 | Zig:24   | Killed a greater mummy
366945 | Zig:24   | Killed a greater mummy
366945 | Zig:24   | Killed a greater mummy
366945 | Zig:24   | Killed a greater mummy
366945 | Zig:24   | Killed a greater mummy
366946 | Zig:24   | Noticed a greater mummy
366946 | Zig:24   | Noticed a greater mummy
366946 | Zig:24   | Noticed a greater mummy
366946 | Zig:24   | Killed a greater mummy
366946 | Zig:24   | Killed a greater mummy
366946 | Zig:24   | Killed a greater mummy
366946 | Zig:24   | Killed a greater mummy
366946 | Zig:24   | Killed a greater mummy
366946 | Zig:24   | Killed a greater mummy
366947 | Zig:24   | Noticed a greater mummy
366947 | Zig:24   | Killed a greater mummy
366947 | Zig:24   | Killed a greater mummy
366947 | Zig:24   | Killed a greater mummy
366947 | Zig:24   | Killed a greater mummy
366947 | Zig:24   | Killed a greater mummy
366947 | Zig:24   | Killed a greater mummy
366947 | Zig:24   | Killed a greater mummy
366947 | Zig:24   | Killed a greater mummy
366948 | Zig:24   | Noticed a greater mummy
366948 | Zig:24   | Noticed a greater mummy
366948 | Zig:24   | Noticed a greater mummy
366948 | Zig:24   | Noticed a greater mummy
366950 | Zig:24   | Noticed a greater mummy
366950 | Zig:24   | Noticed a greater mummy
366950 | Zig:24   | Noticed a greater mummy
366950 | Zig:24   | Killed a greater mummy
366950 | Zig:24   | Killed a greater mummy
366950 | Zig:24   | Killed a greater mummy
366950 | Zig:24   | Killed a greater mummy
366950 | Zig:24   | Killed a greater mummy
366950 | Zig:24   | Killed a greater mummy
366950 | Zig:24   | Killed a greater mummy
366950 | Zig:24   | Killed a greater mummy
366951 | Zig:24   | Noticed a greater mummy
366951 | Zig:24   | Noticed a greater mummy
366951 | Zig:24   | Killed a greater mummy
366951 | Zig:24   | Killed a greater mummy
366951 | Zig:24   | Killed a greater mummy
366951 | Zig:24   | Killed a greater mummy
366951 | Zig:24   | Killed a greater mummy
366951 | Zig:24   | Killed a greater mummy
366951 | Zig:24   | Killed a greater mummy
366951 | Zig:24   | Killed a greater mummy
366951 | Zig:24   | Killed a greater mummy
366951 | Zig:24   | Killed a greater mummy
366951 | Zig:24   | Killed a greater mummy
366951 | Zig:24   | Killed a greater mummy
366951 | Zig:24   | Killed a greater mummy
366952 | Zig:24   | Noticed a greater mummy
366952 | Zig:24   | Noticed a greater mummy
366952 | Zig:24   | Noticed a greater mummy
366952 | Zig:24   | Noticed a greater mummy
366952 | Zig:24   | Noticed a greater mummy
366952 | Zig:24   | Cast into level 2 of the Abyss (reaper)
366952 | Abyss:2  | Found a corrupted altar of Lugonu.
367030 | Zig:24   | Escaped the Abyss
367030 | Zig:24   | Noticed a greater mummy
367030 | Zig:24   | Noticed a greater mummy
367031 | Zig:24   | Noticed a greater mummy
367031 | Zig:24   | Killed a greater mummy
367031 | Zig:24   | Killed a greater mummy
367032 | Zig:24   | Noticed a greater mummy
367033 | Zig:24   | Noticed a greater mummy
367033 | Zig:24   | Noticed a greater mummy
367033 | Zig:24   | Noticed a greater mummy
367033 | Zig:24   | Killed a greater mummy
367033 | Zig:24   | Killed a greater mummy
367033 | Zig:24   | Killed a greater mummy
367033 | Zig:24   | Killed a greater mummy
367033 | Zig:24   | Killed a greater mummy
367034 | Zig:24   | Noticed a greater mummy
367034 | Zig:24   | Noticed a greater mummy
367034 | Zig:24   | Killed a greater mummy
367034 | Zig:24   | Killed a greater mummy
367034 | Zig:24   | Killed a greater mummy
367034 | Zig:24   | Killed a greater mummy
367035 | Zig:24   | Noticed a greater mummy
367035 | Zig:24   | Noticed a greater mummy
367035 | Zig:24   | Noticed a greater mummy
367035 | Zig:24   | Killed a greater mummy
367036 | Zig:24   | Noticed a greater mummy
367036 | Zig:24   | Noticed a greater mummy
367036 | Zig:24   | Noticed a greater mummy
367036 | Zig:24   | Noticed a greater mummy
367036 | Zig:24   | Noticed a greater mummy
367036 | Zig:24   | Noticed a greater mummy
367036 | Zig:24   | Noticed a greater mummy
367037 | Zig:24   | Noticed a greater mummy
367038 | Zig:24   | Noticed a greater mummy
367038 | Zig:24   | Noticed a greater mummy
367038 | Zig:24   | Killed a greater mummy
367039 | Zig:24   | Noticed a greater mummy
367039 | Zig:24   | Noticed a greater mummy
367039 | Zig:24   | Killed a greater mummy
367039 | Zig:24   | Killed a greater mummy
367039 | Zig:24   | Killed a greater mummy
367039 | Zig:24   | Killed a greater mummy
367039 | Zig:24   | Killed a greater mummy
367039 | Zig:24   | Killed a greater mummy
367039 | Zig:24   | Killed a greater mummy
367039 | Zig:24   | Killed a greater mummy
367039 | Zig:24   | Killed a greater mummy
367039 | Zig:24   | Killed a greater mummy
367039 | Zig:24   | Killed a greater mummy
367039 | Zig:24   | Killed a greater mummy
367039 | Zig:24   | Killed a greater mummy
367040 | Zig:24   | Noticed a greater mummy
367041 | Zig:24   | Noticed a greater mummy
367041 | Zig:24   | Noticed a greater mummy
367041 | Zig:24   | Noticed a greater mummy
367041 | Zig:24   | Killed a greater mummy
367041 | Zig:24   | Killed a greater mummy
367042 | Zig:24   | Noticed a greater mummy
367042 | Zig:24   | Killed a greater mummy
367042 | Zig:24   | Killed a greater mummy
367042 | Zig:24   | Killed a greater mummy
367043 | Zig:24   | Noticed a greater mummy
367043 | Zig:24   | Killed a greater mummy
367044 | Zig:24   | Noticed a greater mummy
367044 | Zig:24   | Killed a greater mummy
367047 | Zig:24   | Killed a greater mummy
367047 | Zig:24   | Killed a greater mummy
367047 | Zig:24   | Killed a greater mummy
367047 | Zig:24   | Killed a greater mummy
367048 | Zig:24   | Killed a greater mummy
367048 | Zig:24   | Killed a greater mummy
367048 | Zig:24   | Killed a greater mummy
367059 | Zig:24   | Got a coiled ivory ring
367061 | Zig:24   | Identified the ring "Zyraek" {+Fly rElec MR- Int+2 Dex+6} (You found it on level 24 of a ziggurat)
367068 | Zig:24   | Got a wavering ruby amulet
367069 | Zig:24   | Identified the amulet "Hodigu Zowa" {+Blink Regen+ Dex-4 SInv} (You found it on level 24 of a ziggurat)
367074 | Zig:24   | Got a flickering amber ring
367075 | Zig:24   | Identified the ring of Teschapon {rF+ rC+ Dex+6} (You found it on level 24 of a ziggurat)
367077 | Zig:24   | Got a warped zirconium amulet
367078 | Zig:24   | Identified the amulet of Yrru {rElec rN++ Regen+ Dex+2} (You found it on level 24 of a ziggurat)
367081 | Zig:24   | Got a faintly glowing lapis lazuli ring
367083 | Zig:24   | Identified the ring of Dohu {rF+ rC+} (You found it on level 24 of a ziggurat)
367087 | Zig:24   | Got a translucent lead ring
367088 | Zig:24   | Identified the ring "Fonepn" {rCorr rElec MR+} (You found it on level 24 of a ziggurat)
367096 | Zig:24   | Got a heavily runed lead ring
367097 | Zig:24   | Identified the ring "Pomoratu" {rCorr rF+} (You found it on level 24 of a ziggurat)
367107 | Zig:24   | Got a faintly glowing granite ring
367108 | Zig:24   | Identified the cursed ring "Odaid" {AC-3 Str+4 Dex+2} (You found it on level 24 of a ziggurat)
367147 | Zig:24   | Identified the Handbook of Changing and Unholy Magic
367226 | Zig:24   | Identified the cursed +1 broad axe of Courage {chop, +Fly rElec} (You found it on level 24 of a ziggurat)
367264 | Zig:25   | Entered Level 25 of a ziggurat
367268 | Zig:25   | Noticed an ancient lich
367269 | Zig:25   | Noticed an ancient lich
367269 | Zig:25   | Noticed an ancient lich
367269 | Zig:25   | Noticed an ancient lich
367269 | Zig:25   | Noticed an ancient lich
367270 | Zig:25   | Noticed an ancient lich
367271 | Zig:25   | Noticed an ancient lich
367271 | Zig:25   | Noticed an ancient lich
367271 | Zig:25   | Noticed an ancient lich
367271 | Zig:25   | Noticed an ancient lich
367271 | Zig:25   | Noticed an ancient lich
367272 | Zig:25   | Killed an ancient lich
367272 | Zig:25   | Killed an ancient lich
367272 | Zig:25   | Killed an ancient lich
367273 | Zig:25   | Noticed an ancient lich
367273 | Zig:25   | Noticed an ancient lich
367273 | Zig:25   | Noticed an ancient lich
367273 | Zig:25   | Noticed an ancient lich
367273 | Zig:25   | Noticed an ancient lich
367273 | Zig:25   | Noticed an ancient lich
367273 | Zig:25   | Noticed an ancient lich
367274 | Zig:25   | Noticed an ancient lich
367274 | Zig:25   | Killed an ancient lich
367274 | Zig:25   | Killed an ancient lich
367274 | Zig:25   | Killed an ancient lich
367275 | Zig:25   | Killed an ancient lich
367275 | Zig:25   | Killed an ancient lich
367275 | Zig:25   | Killed an ancient lich
367275 | Zig:25   | Killed an ancient lich
367276 | Zig:25   | Noticed an ancient lich
367276 | Zig:25   | Noticed an ancient lich
367276 | Zig:25   | Noticed an ancient lich
367276 | Zig:25   | Noticed an ancient lich
367276 | Zig:25   | Noticed an ancient lich
367276 | Zig:25   | Noticed an ancient lich
367276 | Zig:25   | Killed an ancient lich
367277 | Zig:25   | Noticed an ancient lich
367277 | Zig:25   | Noticed an ancient lich
367277 | Zig:25   | Noticed an ancient lich
367277 | Zig:25   | Noticed an ancient lich
367277 | Zig:25   | Noticed an ancient lich
367277 | Zig:25   | Noticed an ancient lich
367277 | Zig:25   | Killed an ancient lich
367277 | Zig:25   | Killed an ancient lich
367277 | Zig:25   | Killed an ancient lich
367277 | Zig:25   | Killed an ancient lich
367277 | Zig:25   | Killed an ancient lich
367278 | Zig:25   | Noticed an ancient lich
367278 | Zig:25   | Noticed an ancient lich
367278 | Zig:25   | Noticed an ancient lich
367278 | Zig:25   | Noticed an ancient lich
367278 | Zig:25   | Noticed an ancient lich
367278 | Zig:25   | Noticed an ancient lich
367278 | Zig:25   | Noticed an ancient lich
367278 | Zig:25   | Noticed an ancient lich
367278 | Zig:25   | Noticed an ancient lich
367278 | Zig:25   | Killed an ancient lich
367278 | Zig:25   | Killed an ancient lich
367278 | Zig:25   | Killed an ancient lich
367278 | Zig:25   | Killed an ancient lich
367278 | Zig:25   | Killed an ancient lich
367278 | Zig:25   | Killed an ancient lich
367279 | Zig:25   | Noticed an ancient lich
367279 | Zig:25   | Noticed an ancient lich
367279 | Zig:25   | Noticed an ancient lich
367279 | Zig:25   | Noticed an ancient lich
367280 | Zig:25   | Noticed an ancient lich
367280 | Zig:25   | Killed an ancient lich
367280 | Zig:25   | Killed an ancient lich
367280 | Zig:25   | Killed an ancient lich
367280 | Zig:25   | Killed an ancient lich
367280 | Zig:25   | Killed an ancient lich
367280 | Zig:25   | Killed an ancient lich
367280 | Zig:25   | Killed an ancient lich
367280 | Zig:25   | Killed an ancient lich
367280 | Zig:25   | Killed an ancient lich
367280 | Zig:25   | Killed an ancient lich
367280 | Zig:25   | Killed an ancient lich
367280 | Zig:25   | Killed an ancient lich
367280 | Zig:25   | Killed an ancient lich
367280 | Zig:25   | Killed an ancient lich
367280 | Zig:25   | Killed an ancient lich
367281 | Zig:25   | Noticed an ancient lich
367281 | Zig:25   | Noticed an ancient lich
367281 | Zig:25   | Noticed an ancient lich
367281 | Zig:25   | Noticed an ancient lich
367281 | Zig:25   | Noticed an ancient lich
367281 | Zig:25   | Noticed an ancient lich
367282 | Zig:25   | Noticed an ancient lich
367282 | Zig:25   | Noticed an ancient lich
367282 | Zig:25   | Killed an ancient lich
367283 | Zig:25   | Noticed an ancient lich
367283 | Zig:25   | Killed an ancient lich
367283 | Zig:25   | Killed an ancient lich
367283 | Zig:25   | Killed an ancient lich
367283 | Zig:25   | Killed an ancient lich
367283 | Zig:25   | Killed an ancient lich
367283 | Zig:25   | Killed an ancient lich
367283 | Zig:25   | Killed an ancient lich
367283 | Zig:25   | Killed an ancient lich
367283 | Zig:25   | Killed an ancient lich
367283 | Zig:25   | Killed an ancient lich
367283 | Zig:25   | Killed an ancient lich
367284 | Zig:25   | Noticed an ancient lich
367284 | Zig:25   | Noticed an ancient lich
367284 | Zig:25   | Noticed an ancient lich
367284 | Zig:25   | Noticed an ancient lich
367284 | Zig:25   | Noticed an ancient lich
367284 | Zig:25   | Noticed an ancient lich
367284 | Zig:25   | Noticed an ancient lich
367284 | Zig:25   | Noticed an ancient lich
367284 | Zig:25   | Noticed an ancient lich
367284 | Zig:25   | Noticed an ancient lich
367284 | Zig:25   | Killed an ancient lich
367284 | Zig:25   | Killed an ancient lich
367285 | Zig:25   | Noticed an ancient lich
367285 | Zig:25   | Noticed an ancient lich
367285 | Zig:25   | Noticed an ancient lich
367285 | Zig:25   | Noticed an ancient lich
367285 | Zig:25   | Noticed an ancient lich
367285 | Zig:25   | Noticed an ancient lich
367285 | Zig:25   | Noticed an ancient lich
367285 | Zig:25   | Noticed an ancient lich
367285 | Zig:25   | Killed an ancient lich
367285 | Zig:25   | Killed an ancient lich
367285 | Zig:25   | Noticed an ancient lich
367286 | Zig:25   | Noticed an ancient lich
367286 | Zig:25   | Noticed an ancient lich
367286 | Zig:25   | Noticed an ancient lich
367286 | Zig:25   | Noticed an ancient lich
367286 | Zig:25   | Killed an ancient lich
367287 | Zig:25   | Noticed an ancient lich
367287 | Zig:25   | Noticed an ancient lich
367287 | Zig:25   | Noticed an ancient lich
367287 | Zig:25   | Killed an ancient lich
367287 | Zig:25   | Killed an ancient lich
367287 | Zig:25   | Killed an ancient lich
367287 | Zig:25   | Killed an ancient lich
367287 | Zig:25   | Killed an ancient lich
367287 | Zig:25   | Killed an ancient lich
367287 | Zig:25   | Killed an ancient lich
367287 | Zig:25   | Killed an ancient lich
367287 | Zig:25   | Killed an ancient lich
367288 | Zig:25   | Noticed an ancient lich
367288 | Zig:25   | Noticed an ancient lich
367288 | Zig:25   | Noticed an ancient lich
367288 | Zig:25   | Noticed an ancient lich
367288 | Zig:25   | Noticed an ancient lich
367288 | Zig:25   | Noticed an ancient lich
367289 | Zig:25   | Noticed an ancient lich
367289 | Zig:25   | Noticed an ancient lich
367289 | Zig:25   | Noticed an ancient lich
367290 | Zig:25   | Noticed an ancient lich
367290 | Zig:25   | Noticed an ancient lich
367290 | Zig:25   | Noticed an ancient lich
367290 | Zig:25   | Killed an ancient lich
367290 | Zig:25   | Killed an ancient lich
367290 | Zig:25   | Killed an ancient lich
367290 | Zig:25   | Killed an ancient lich
367290 | Zig:25   | Killed an ancient lich
367290 | Zig:25   | Killed an ancient lich
367290 | Zig:25   | Killed an ancient lich
367290 | Zig:25   | Killed an ancient lich
367290 | Zig:25   | Killed an ancient lich
367290 | Zig:25   | Killed an ancient lich
367290 | Zig:25   | Killed an ancient lich
367290 | Zig:25   | Killed an ancient lich
367290 | Zig:25   | Killed an ancient lich
367290 | Zig:25   | Killed an ancient lich
367290 | Zig:25   | Killed an ancient lich
367290 | Zig:25   | Killed an ancient lich
367290 | Zig:25   | Killed an ancient lich
367291 | Zig:25   | Noticed an ancient lich
367291 | Zig:25   | Noticed an ancient lich
367291 | Zig:25   | Noticed an ancient lich
367291 | Zig:25   | Noticed an ancient lich
367291 | Zig:25   | Noticed an ancient lich
367291 | Zig:25   | Noticed an ancient lich
367291 | Zig:25   | Noticed an ancient lich
367291 | Zig:25   | Noticed an ancient lich
367291 | Zig:25   | Noticed an ancient lich
367291 | Zig:25   | Noticed an ancient lich
367291 | Zig:25   | Killed an ancient lich
367291 | Zig:25   | Killed an ancient lich
367291 | Zig:25   | Killed an ancient lich
367291 | Zig:25   | Killed an ancient lich
367291 | Zig:25   | Killed an ancient lich
367291 | Zig:25   | Killed an ancient lich
367291 | Zig:25   | Killed an ancient lich
367291 | Zig:25   | Killed an ancient lich
367291 | Zig:25   | Killed an ancient lich
367291 | Zig:25   | Killed an ancient lich
367291 | Zig:25   | Killed an ancient lich
367291 | Zig:25   | Killed an ancient lich
367291 | Zig:25   | Killed an ancient lich
367291 | Zig:25   | Killed an ancient lich
367291 | Zig:25   | Killed an ancient lich
367291 | Zig:25   | Killed an ancient lich
367292 | Zig:25   | Noticed an ancient lich
367292 | Zig:25   | Noticed an ancient lich
367292 | Zig:25   | Noticed an ancient lich
367292 | Zig:25   | Noticed an ancient lich
367292 | Zig:25   | Noticed an ancient lich
367292 | Zig:25   | Noticed an ancient lich
367292 | Zig:25   | Noticed an ancient lich
367292 | Zig:25   | Noticed an ancient lich
367292 | Zig:25   | Noticed an ancient lich
367292 | Zig:25   | Noticed an ancient lich
367292 | Zig:25   | Noticed an ancient lich
367292 | Zig:25   | Noticed an ancient lich
367292 | Zig:25   | Noticed an ancient lich
367293 | Zig:25   | Noticed an ancient lich
367293 | Zig:25   | Noticed an ancient lich
367293 | Zig:25   | Noticed an ancient lich
367293 | Zig:25   | Noticed an ancient lich
367293 | Zig:25   | Noticed an ancient lich
367293 | Zig:25   | Noticed an ancient lich
367293 | Zig:25   | Noticed an ancient lich
367293 | Zig:25   | Noticed an ancient lich
367293 | Zig:25   | Noticed an ancient lich
367293 | Zig:25   | Noticed an ancient lich
367293 | Zig:25   | Noticed an ancient lich
367293 | Zig:25   | Noticed an ancient lich
367293 | Zig:25   | Noticed an ancient lich
367293 | Zig:25   | Noticed an ancient lich
367294 | Zig:25   | Noticed an ancient lich
367295 | Zig:25   | Noticed an ancient lich
367295 | Zig:25   | Noticed an ancient lich
367296 | Zig:25   | Noticed an ancient lich
367296 | Zig:25   | Noticed an ancient lich
367296 | Zig:25   | Killed an ancient lich
367296 | Zig:25   | Killed an ancient lich
367297 | Zig:25   | Noticed an ancient lich
367297 | Zig:25   | Killed an ancient lich
367297 | Zig:25   | Killed an ancient lich
367297 | Zig:25   | Killed an ancient lich
367297 | Zig:25   | Killed an ancient lich
367297 | Zig:25   | Killed an ancient lich
367297 | Zig:25   | Killed an ancient lich
367298 | Zig:25   | Noticed an ancient lich
367298 | Zig:25   | Killed an ancient lich
367298 | Zig:25   | Killed an ancient lich
367298 | Zig:25   | Killed an ancient lich
367298 | Zig:25   | Killed an ancient lich
367298 | Zig:25   | Killed an ancient lich
367298 | Zig:25   | Killed an ancient lich
367298 | Zig:25   | Killed an ancient lich
367298 | Zig:25   | Killed an ancient lich
367298 | Zig:25   | Killed an ancient lich
367298 | Zig:25   | Killed an ancient lich
367298 | Zig:25   | Killed an ancient lich
367298 | Zig:25   | Killed an ancient lich
367299 | Zig:25   | Noticed an ancient lich
367299 | Zig:25   | Noticed an ancient lich
367299 | Zig:25   | Noticed an ancient lich
367299 | Zig:25   | Noticed an ancient lich
367299 | Zig:25   | Noticed an ancient lich
367299 | Zig:25   | Killed an ancient lich
367299 | Zig:25   | Killed an ancient lich
367299 | Zig:25   | Killed an ancient lich
367299 | Zig:25   | Killed an ancient lich
367299 | Zig:25   | Killed an ancient lich
367299 | Zig:25   | Killed an ancient lich
367299 | Zig:25   | Killed an ancient lich
367299 | Zig:25   | Killed an ancient lich
367299 | Zig:25   | Killed an ancient lich
367299 | Zig:25   | Killed an ancient lich
367299 | Zig:25   | Killed an ancient lich
367299 | Zig:25   | Killed an ancient lich
367299 | Zig:25   | Killed an ancient lich
367299 | Zig:25   | Killed an ancient lich
367299 | Zig:25   | Killed an ancient lich
367299 | Zig:25   | Killed an ancient lich
367299 | Zig:25   | Killed an ancient lich
367300 | Zig:25   | Noticed an ancient lich
367300 | Zig:25   | Noticed an ancient lich
367300 | Zig:25   | Noticed an ancient lich
367300 | Zig:25   | Noticed an ancient lich
367300 | Zig:25   | Noticed an ancient lich
367300 | Zig:25   | Noticed an ancient lich
367300 | Zig:25   | Noticed an ancient lich
367300 | Zig:25   | Noticed an ancient lich
367300 | Zig:25   | Noticed an ancient lich
367300 | Zig:25   | Noticed an ancient lich
367300 | Zig:25   | Noticed an ancient lich
367300 | Zig:25   | Killed an ancient lich
367300 | Zig:25   | Killed an ancient lich
367300 | Zig:25   | Killed an ancient lich
367300 | Zig:25   | Killed an ancient lich
367300 | Zig:25   | Killed an ancient lich
367300 | Zig:25   | Killed an ancient lich
367300 | Zig:25   | Killed an ancient lich
367300 | Zig:25   | Killed an ancient lich
367301 | Zig:25   | Noticed an ancient lich
367301 | Zig:25   | Noticed an ancient lich
367301 | Zig:25   | Noticed an ancient lich
367301 | Zig:25   | Noticed an ancient lich
367301 | Zig:25   | Noticed an ancient lich
367302 | Zig:25   | Noticed an ancient lich
367302 | Zig:25   | Noticed an ancient lich
367303 | Zig:25   | Noticed an ancient lich
367303 | Zig:25   | Noticed an ancient lich
367303 | Zig:25   | Noticed an ancient lich
367303 | Zig:25   | Noticed an ancient lich
367303 | Zig:25   | Noticed an ancient lich
367304 | Zig:25   | Killed an ancient lich
367304 | Zig:25   | Killed an ancient lich
367304 | Zig:25   | Killed an ancient lich
367304 | Zig:25   | Killed an ancient lich
367304 | Zig:25   | Killed an ancient lich
367304 | Zig:25   | Killed an ancient lich
367304 | Zig:25   | Killed an ancient lich
367304 | Zig:25   | Killed an ancient lich
367304 | Zig:25   | Killed an ancient lich
367304 | Zig:25   | Killed an ancient lich
367304 | Zig:25   | Killed an ancient lich
367304 | Zig:25   | Killed an ancient lich
367305 | Zig:25   | Noticed an ancient lich
367305 | Zig:25   | Noticed an ancient lich
367305 | Zig:25   | Noticed an ancient lich
367305 | Zig:25   | Noticed an ancient lich
367305 | Zig:25   | Noticed an ancient lich
367305 | Zig:25   | Noticed an ancient lich
367305 | Zig:25   | Noticed an ancient lich
367305 | Zig:25   | Noticed an ancient lich
367305 | Zig:25   | Noticed an ancient lich
367306 | Zig:25   | Noticed an ancient lich
367306 | Zig:25   | Noticed an ancient lich
367306 | Zig:25   | Killed an ancient lich
367306 | Zig:25   | Noticed an ancient lich
367307 | Zig:25   | Noticed an ancient lich
367307 | Zig:25   | Noticed an ancient lich
367307 | Zig:25   | Noticed an ancient lich
367307 | Zig:25   | Noticed an ancient lich
367307 | Zig:25   | Killed an ancient lich
367307 | Zig:25   | Killed an ancient lich
367308 | Zig:25   | Killed an ancient lich
367308 | Zig:25   | Killed an ancient lich
367308 | Zig:25   | Killed an ancient lich
367308 | Zig:25   | Killed an ancient lich
367308 | Zig:25   | Killed an ancient lich
367308 | Zig:25   | Killed an ancient lich
367308 | Zig:25   | Killed an ancient lich
367308 | Zig:25   | Killed an ancient lich
367308 | Zig:25   | Killed an ancient lich
367308 | Zig:25   | Killed an ancient lich
367308 | Zig:25   | Killed an ancient lich
367308 | Zig:25   | Killed an ancient lich
367308 | Zig:25   | Killed an ancient lich
367308 | Zig:25   | Killed an ancient lich
367309 | Zig:25   | Noticed an ancient lich
367309 | Zig:25   | Killed an ancient lich
367309 | Zig:25   | Killed an ancient lich
367309 | Zig:25   | Killed an ancient lich
367309 | Zig:25   | Killed an ancient lich
367309 | Zig:25   | Killed an ancient lich
367309 | Zig:25   | Killed an ancient lich
367309 | Zig:25   | Killed an ancient lich
367309 | Zig:25   | Killed an ancient lich
367310 | Zig:25   | Noticed an ancient lich
367310 | Zig:25   | Killed an ancient lich
367310 | Zig:25   | Killed an ancient lich
367311 | Zig:25   | Noticed an ancient lich
367311 | Zig:25   | Noticed an ancient lich
367311 | Zig:25   | Killed an ancient lich
367313 | Zig:25   | Noticed an ancient lich
367314 | Zig:25   | Noticed an ancient lich
367314 | Zig:25   | Killed an ancient lich
367314 | Zig:25   | Killed an ancient lich
367315 | Zig:25   | Noticed an ancient lich
367318 | Zig:25   | Killed an ancient lich
367319 | Zig:25   | Noticed an ancient lich
367319 | Zig:25   | Killed an ancient lich
367320 | Zig:25   | Noticed an ancient lich
367320 | Zig:25   | Killed an ancient lich
367320 | Zig:25   | Killed an ancient lich
367321 | Zig:25   | Noticed an ancient lich
367323 | Zig:25   | Killed an ancient lich
367323 | Zig:25   | Killed an ancient lich
367323 | Zig:25   | Killed an ancient lich
367333 | Zig:25   | Identified Hoobej Zive's Collected Works on Transmutation and Air
367345 | Zig:25   | Identified the +0 pair of boots "Cexalu" {MR+ Stlth+} (You found it on level 25 of a ziggurat)
367388 | Zig:25   | Got a vibrating granite ring
367391 | Zig:25   | Identified the ring "Dumuikk" {+Inv AC+1 Str+2 Int-3} (You found it on level 25 of a ziggurat)
367527 | Zig:25   | Identified Sif Muna's Catalogue of Aid and Displacement
367558 | Zig:25   | Identified the Disquisition on the Torrid Rocks
367567 | Zig:25   | Got a coiled silver ring
367568 | Zig:25   | Identified the ring of Neurosis {-Tele +Inv rF+ Dex+4} (You found it on level 25 of a ziggurat)
367672 | Zig:26   | Entered Level 26 of a ziggurat
368301 | Zig:27   | Entered Level 27 of a ziggurat
368535 | Zig:27   | Got an ancient iron ring
368537 | Zig:27   | Identified the ring "Xong" {rPois Slay+5 Stlth-} (You found it on level 27 of a ziggurat)
368816 | Depths:2 | Identified the +2 pair of gloves of Perpetual Drought {rElec MR+ Int-5 Stlth+} (You acquired it on level 2 of the Depths)
368817 | Depths:2 | Identified the +1 hat of the Ancient Moons {Int+3 Dex+4 SInv} (You acquired it on level 2 of the Depths)
368875 | Zig:1    | Entered Level 1 of a ziggurat
368904 | Zig:2    | Entered Level 2 of a ziggurat
368972 | Zig:3    | Entered Level 3 of a ziggurat
368972 | Zig:3    | Noticed an ancient lich
368972 | Zig:3    | Noticed an ancient lich
368972 | Zig:3    | Noticed an ancient lich
368972 | Zig:3    | Noticed an ancient lich
368972 | Zig:3    | Noticed an ancient lich
368972 | Zig:3    | Noticed an ancient lich
368973 | Zig:3    | Killed an ancient lich
368973 | Zig:3    | Killed an ancient lich
368975 | Zig:3    | Noticed an ancient lich
368975 | Zig:3    | Killed an ancient lich
368976 | Zig:3    | Noticed an ancient lich
368976 | Zig:3    | Killed an ancient lich
368977 | Zig:3    | Killed an ancient lich
368978 | Zig:3    | Killed an ancient lich
368981 | Zig:3    | Killed an ancient lich
368981 | Zig:3    | Killed an ancient lich
369037 | Zig:4    | Entered Level 4 of a ziggurat
369051 | Zig:4    | Got a clouded lead ring
369053 | Zig:4    | Identified the ring "Gasef" {rF+ rC- MR+ Int+4} (You found it on level 4 of a ziggurat)
369104 | Zig:5    | Entered Level 5 of a ziggurat
369170 | Zig:6    | Entered Level 6 of a ziggurat
369180 | Zig:6    | Noticed Hiwil the pandemonium lord
369189 | Zig:6    | Cast into level 5 of the Abyss (Hiwil)
369189 | Abyss:5  | Entered Level 5 of the Abyss
369249 | Zig:6    | Escaped the Abyss
369255 | Zig:6    | Killed Hiwil the pandemonium lord
369330 | Zig:7    | Entered Level 7 of a ziggurat
369442 | Zig:7    | Identified Nyrr's Guide on Congealing Venom
369456 | Zig:8    | Entered Level 8 of a ziggurat
369617 | Zig:8    | Got a steaming wooden ring
369619 | Zig:8    | Identified the ring "Doskuf Hini" {rC+ Int+2} (You found it on level 8 of a ziggurat)
369649 | Zig:9    | Entered Level 9 of a ziggurat
369649 | Zig:9    | Noticed Guis Wia the pandemonium lord
369649 | Zig:9    | Noticed Epaehuus the pandemonium lord
369649 | Zig:9    | Noticed Cado the pandemonium lord
369649 | Zig:9    | Noticed Xisixaw the pandemonium lord
369649 | Zig:9    | Noticed Zidghepyb the pandemonium lord
369649 | Zig:9    | Noticed Sylamoxy the pandemonium lord
369649 | Zig:9    | Noticed Ceashour the pandemonium lord
369649 | Zig:9    | Noticed Qaegixt the pandemonium lord
369649 | Zig:9    | Noticed Ruoceewn the pandemonium lord
369649 | Zig:9    | Noticed Ylunninu the pandemonium lord
369649 | Zig:9    | Noticed Caup the pandemonium lord
369649 | Zig:9    | Noticed Safabise the pandemonium lord
369649 | Zig:9    | Noticed Zujuceut the pandemonium lord
369649 | Zig:9    | Noticed Edeoc the pandemonium lord
369649 | Zig:9    | Noticed Ruob the pandemonium lord
369649 | Zig:9    | Noticed Kegorep the pandemonium lord
369649 | Zig:9    | Noticed Abigg the pandemonium lord
369649 | Zig:9    | Noticed Viroigiq the pandemonium lord
369649 | Zig:9    | Noticed Yguyry the pandemonium lord
369649 | Zig:9    | Noticed Varad the pandemonium lord
369649 | Zig:9    | Noticed Apazou the pandemonium lord
369649 | Zig:9    | Noticed Afaxaesch the pandemonium lord
369649 | Zig:9    | Noticed Wuwnub the pandemonium lord
369649 | Zig:9    | Noticed Upijekha the pandemonium lord
369649 | Zig:9    | Noticed Zaebbene the pandemonium lord
369649 | Zig:9    | Noticed Qop Ruts the pandemonium lord
369649 | Zig:9    | Noticed Yphuw the pandemonium lord
369649 | Zig:9    | Noticed Cisub the pandemonium lord
369649 | Zig:9    | Noticed Viraist the pandemonium lord
369651 | Zig:9    | Noticed Womomani the pandemonium lord
369651 | Zig:9    | Noticed Goejer the pandemonium lord
369651 | Zig:9    | Noticed Ocoed Bocla the pandemonium lord
369652 | Zig:9    | Noticed Maustupe the pandemonium lord
369652 | Zig:9    | Noticed Iqevoff Poob the pandemonium lord
369652 | Zig:9    | Noticed Jimefoma the pandemonium lord
369652 | Zig:9    | Noticed Eschedadd the pandemonium lord
369652 | Zig:9    | Noticed Egus Cuof the pandemonium lord
369652 | Zig:9    | Noticed Saaruc the pandemonium lord
369652 | Zig:9    | Killed Ruoceewn the pandemonium lord
369653 | Zig:9    | Noticed Akuolaph the pandemonium lord
369653 | Zig:9    | Killed Viroigiq the pandemonium lord
369653 | Zig:9    | Killed Viraist the pandemonium lord
369653 | Zig:9    | Noticed Mifussud the pandemonium lord
369654 | Zig:9    | Noticed Axuewum the pandemonium lord
369654 | Zig:9    | Noticed Homip the pandemonium lord
369654 | Zig:9    | Noticed Zeyg the pandemonium lord
369654 | Zig:9    | Killed Sylamoxy the pandemonium lord
369654 | Zig:9    | Killed Yguyry the pandemonium lord
369655 | Zig:9    | Noticed Banul the pandemonium lord
369655 | Zig:9    | Noticed Ysikokh the pandemonium lord
369656 | Zig:9    | Noticed Peacesad the pandemonium lord
369656 | Zig:9    | Noticed Ocisto the pandemonium lord
369656 | Zig:9    | Killed Womomani the pandemonium lord
369656 | Zig:9    | Killed Edeoc the pandemonium lord
369656 | Zig:9    | Killed Varad the pandemonium lord
369656 | Zig:9    | Killed Qaegixt the pandemonium lord
369656 | Zig:9    | Killed Upijekha the pandemonium lord
369656 | Zig:9    | Killed Apazou the pandemonium lord
369657 | Zig:9    | Noticed Zoulir Mir the pandemonium lord
369657 | Zig:9    | Killed Guis Wia the pandemonium lord
369657 | Zig:9    | Killed Qop Ruts the pandemonium lord
369657 | Zig:9    | Killed Cado the pandemonium lord
369657 | Zig:9    | Killed Zaebbene the pandemonium lord
369658 | Zig:9    | Noticed Saklafo the pandemonium lord
369658 | Zig:9    | Noticed Omumu the pandemonium lord
369659 | Zig:9    | Noticed Haguf the pandemonium lord
369659 | Zig:9    | Noticed Pobiaddu the pandemonium lord
369661 | Zig:9    | Killed Zujuceut the pandemonium lord
369661 | Zig:9    | Killed Cisub the pandemonium lord
369661 | Zig:9    | Killed Caup the pandemonium lord
369663 | Zig:9    | Killed Zeyg the pandemonium lord
369663 | Zig:9    | Killed Pobiaddu the pandemonium lord
369664 | Zig:9    | Noticed Apam the pandemonium lord
369664 | Zig:9    | Noticed Ydiw the pandemonium lord
369664 | Zig:9    | Noticed Quraanit the pandemonium lord
369664 | Zig:9    | Noticed Hyijorah the pandemonium lord
369665 | Zig:9    | Noticed Payjetumoi the pandemonium lord
369665 | Zig:9    | Killed Ocisto the pandemonium lord
369666 | Zig:9    | Noticed Jariex the pandemonium lord
369666 | Zig:9    | Killed Yphuw the pandemonium lord
369666 | Zig:9    | Killed Egus Cuof the pandemonium lord
369666 | Zig:9    | Killed Ocoed Bocla the pandemonium lord
369666 | Zig:9    | Killed Kegorep the pandemonium lord
369666 | Zig:9    | Killed Omumu the pandemonium lord
369667 | Zig:9    | Noticed Ogeecua the pandemonium lord
369669 | Zig:9    | Killed Payjetumoi the pandemonium lord
369669 | Zig:9    | Killed Jimefoma the pandemonium lord
369669 | Zig:9    | Killed Peacesad the pandemonium lord
369669 | Zig:9    | Killed Abigg the pandemonium lord
369670 | Zig:9    | Noticed Perro the pandemonium lord
369670 | Zig:9    | Noticed Tout the pandemonium lord
369670 | Zig:9    | Killed Epaehuus the pandemonium lord
369671 | Zig:9    | Noticed Bofid the pandemonium lord
369671 | Zig:9    | Noticed Utra the pandemonium lord
369671 | Zig:9    | Killed Banul the pandemonium lord
369671 | Zig:9    | Killed Eschedadd the pandemonium lord
369671 | Zig:9    | Killed Ylunninu the pandemonium lord
369671 | Zig:9    | Killed Zidghepyb the pandemonium lord
369671 | Zig:9    | Killed Jariex the pandemonium lord
369671 | Zig:9    | Noticed Deloleit the pandemonium lord
369672 | Zig:9    | Noticed Naet the pandemonium lord
369672 | Zig:9    | Killed Xisixaw the pandemonium lord
369672 | Zig:9    | Killed Afaxaesch the pandemonium lord
369672 | Zig:9    | Killed Axuewum the pandemonium lord
369672 | Zig:9    | Killed Ceashour the pandemonium lord
369672 | Zig:9    | Killed Ysikokh the pandemonium lord
369673 | Zig:9    | Noticed Jerph the pandemonium lord
369673 | Zig:9    | Noticed Himixt the pandemonium lord
369673 | Zig:9    | Killed Akuolaph the pandemonium lord
369673 | Zig:9    | Killed Ydiw the pandemonium lord
369675 | Zig:9    | Noticed Vetouruik the pandemonium lord
369675 | Zig:9    | Noticed Ecatanixki the pandemonium lord
369675 | Zig:9    | Killed Himixt the pandemonium lord
369675 | Zig:9    | Killed Tout the pandemonium lord
369675 | Zig:9    | Killed Saaruc the pandemonium lord
369675 | Zig:9    | Killed Homip the pandemonium lord
369675 | Zig:9    | Killed Bofid the pandemonium lord
369676 | Zig:9    | Noticed Lishur the pandemonium lord
369677 | Zig:9    | Noticed Onkuobb the pandemonium lord
369677 | Zig:9    | Noticed Soloinn the pandemonium lord
369679 | Zig:9    | Noticed Hooscheli the pandemonium lord
369679 | Zig:9    | Killed Zoulir Mir the pandemonium lord
369679 | Zig:9    | Killed Ogeecua the pandemonium lord
369679 | Zig:9    | Killed Loekk the pandemonium lord
369680 | Zig:9    | Noticed Siacw the pandemonium lord
369681 | Zig:9    | Noticed Ola Foed the pandemonium lord
369681 | Zig:9    | Killed Utra the pandemonium lord
369681 | Zig:9    | Killed Apam the pandemonium lord
369681 | Zig:9    | Killed Vetouruik the pandemonium lord
369681 | Zig:9    | Killed Maustupe the pandemonium lord
369682 | Zig:9    | Noticed Mysolym the pandemonium lord
369682 | Zig:9    | Noticed Qooxzikle the pandemonium lord
369682 | Zig:9    | Killed Goejer the pandemonium lord
369682 | Zig:9    | Killed Deloleit the pandemonium lord
369682 | Zig:9    | Killed Quraanit the pandemonium lord
369682 | Zig:9    | Killed Jerph the pandemonium lord
369683 | Zig:9    | Noticed Nudee the pandemonium lord
369683 | Zig:9    | Noticed Dimasikh the pandemonium lord
369683 | Zig:9    | Noticed Roasud the pandemonium lord
369684 | Zig:9    | Killed Nudee the pandemonium lord
369684 | Zig:9    | Killed Ola Foed the pandemonium lord
369684 | Zig:9    | Killed Huduybu the pandemonium lord
369685 | Zig:9    | Noticed Nilaq the pandemonium lord
369685 | Zig:9    | Killed Mifussud the pandemonium lord
369685 | Zig:9    | Killed Iqevoff Poob the pandemonium lord
369685 | Zig:9    | Killed Hyijorah the pandemonium lord
369685 | Zig:9    | Killed Ruob the pandemonium lord
369685 | Zig:9    | Killed Naet the pandemonium lord
369686 | Zig:9    | Noticed Poemyqah the pandemonium lord
369686 | Zig:9    | Killed Ecatanixki the pandemonium lord
369687 | Zig:9    | Killed Poemyqah the pandemonium lord
369687 | Zig:9    | Killed Dimasikh the pandemonium lord
369687 | Zig:9    | Killed Siacw the pandemonium lord
369687 | Zig:9    | Killed Qooxzikle the pandemonium lord
369687 | Zig:9    | Killed Zastant Rump the pandemonium lord
369687 | Zig:9    | Killed Hooscheli the pandemonium lord
369687 | Zig:9    | Killed Perro the pandemonium lord
369688 | Zig:9    | Noticed Lushruv the pandemonium lord
369689 | Zig:9    | Noticed Cinorha the pandemonium lord
369689 | Zig:9    | Killed Soloinn the pandemonium lord
369690 | Zig:9    | Noticed Cat Ibi the pandemonium lord
369691 | Zig:9    | Killed Lishur the pandemonium lord
369691 | Zig:9    | Killed Onkuobb the pandemonium lord
369692 | Zig:9    | Noticed Wyituy the pandemonium lord
369692 | Zig:9    | Noticed Gifrew the pandemonium lord
369692 | Zig:9    | Noticed Feocw the pandemonium lord
369694 | Zig:9    | Noticed Funyag the pandemonium lord
369694 | Zig:9    | Noticed Inkorch the pandemonium lord
369694 | Zig:9    | Killed Roasud the pandemonium lord
369694 | Zig:9    | Killed Mysolym the pandemonium lord
369694 | Zig:9    | Killed Wyituy the pandemonium lord
369694 | Zig:9    | Killed Cinorha the pandemonium lord
369696 | Zig:9    | Noticed Astepith the pandemonium lord
369696 | Zig:9    | Killed Nilaq the pandemonium lord
369696 | Zig:9    | Killed Gifrew the pandemonium lord
369696 | Zig:9    | Killed Cat Ibi the pandemonium lord
369696 | Zig:9    | Killed Feocw the pandemonium lord
369696 | Zig:9    | Killed Safabise the pandemonium lord
369696 | Zig:9    | Killed Haguf the pandemonium lord
369696 | Zig:9    | Killed Funyag the pandemonium lord
369696 | Zig:9    | Killed Inkorch the pandemonium lord
369696 | Zig:9    | Killed Lushruv the pandemonium lord
369697 | Zig:9    | Noticed Debum the pandemonium lord
369697 | Zig:9    | Killed Astepith the pandemonium lord
369698 | Zig:9    | Noticed Bitoir the pandemonium lord
369699 | Zig:9    | Noticed Itennud the pandemonium lord
369699 | Zig:9    | Killed Wuwnub the pandemonium lord
369701 | Zig:9    | Noticed Cickoabb the pandemonium lord
369701 | Zig:9    | Noticed Sonwot the pandemonium lord
369703 | Zig:9    | Noticed Wesmeluf the pandemonium lord
369704 | Zig:9    | Noticed Joiprem the pandemonium lord
369706 | Zig:9    | Noticed Ferimp the pandemonium lord
369707 | Zig:9    | Noticed Mexoomay the pandemonium lord
369707 | Zig:9    | Killed Saklafo the pandemonium lord
369713 | Zig:9    | Noticed Zown the pandemonium lord
369713 | Zig:9    | Killed Bitoir the pandemonium lord
369716 | Zig:9    | Killed Itennud the pandemonium lord
369716 | Zig:9    | Killed Debum the pandemonium lord
369716 | Zig:9    | Killed Joiprem the pandemonium lord
369718 | Zig:9    | Noticed Nuthrad the pandemonium lord
369718 | Zig:9    | Killed Sonwot the pandemonium lord
369720 | Zig:9    | Noticed Lyfaceett the pandemonium lord
369720 | Zig:9    | Noticed Pouzoy the pandemonium lord
369720 | Zig:9    | Noticed Lerric the pandemonium lord
369720 | Zig:9    | Noticed Qaexkomo the pandemonium lord
369720 | Zig:9    | Killed Qaexkomo the pandemonium lord
369720 | Zig:9    | Killed Muj Both the pandemonium lord
369721 | Zig:9    | Killed Nuthrad the pandemonium lord
369722 | Zig:9    | Noticed Qeath the pandemonium lord
369722 | Zig:9    | Noticed Koofubb the pandemonium lord
369723 | Zig:9    | Noticed Cuqeser the pandemonium lord
369724 | Zig:9    | Killed Cickoabb the pandemonium lord
369727 | Zig:9    | Noticed Zaxisagg the pandemonium lord
369729 | Zig:9    | Noticed Hoble the pandemonium lord
369729 | Zig:9    | Noticed Miovvy the pandemonium lord
369729 | Zig:9    | Noticed Pychempo the pandemonium lord
369729 | Zig:9    | Noticed Cecloem the pandemonium lord
369731 | Zig:9    | Killed Ferimp the pandemonium lord
369732 | Zig:9    | Noticed Zysto the pandemonium lord
369733 | Zig:9    | Killed Wesmeluf the pandemonium lord
369733 | Zig:9    | Killed Zown the pandemonium lord
369737 | Zig:9    | Noticed Adaskor the pandemonium lord
369737 | Zig:9    | Killed Pouzoy the pandemonium lord
369738 | Zig:9    | Killed Lyfaceett the pandemonium lord
369739 | Zig:9    | Killed Lerric the pandemonium lord
369740 | Zig:9    | Killed Mexoomay the pandemonium lord
369742 | Zig:9    | Killed Zysto the pandemonium lord
369744 | Zig:9    | Killed Pychempo the pandemonium lord
369745 | Zig:9    | Noticed Erith the pandemonium lord
369745 | Zig:9    | Noticed Uhameh the pandemonium lord
369746 | Zig:9    | Killed Cecloem the pandemonium lord
369747 | Zig:9    | Killed Cuqeser the pandemonium lord
369747 | Zig:9    | Killed Miovvy the pandemonium lord
369748 | Zig:9    | Killed Qeath the pandemonium lord
369748 | Zig:9    | Noticed Fanimet the pandemonium lord
369749 | Zig:9    | Killed Adaskor the pandemonium lord
369751 | Zig:9    | Killed Zaxisagg the pandemonium lord
369751 | Zig:9    | Killed Koofubb the pandemonium lord
369751 | Zig:9    | Killed Hoble the pandemonium lord
369752 | Zig:9    | Noticed Xeherchof the pandemonium lord
369759 | Zig:9    | Killed Fanimet the pandemonium lord
369762 | Zig:9    | Killed Uhameh the pandemonium lord
369764 | Zig:9    | Killed Erith the pandemonium lord
369771 | Zig:9    | Killed Xeherchof the pandemonium lord
369834 | Zig:9    | Got a smoking iron ring
369836 | Zig:9    | Identified the ring "Araime" {rF++ rC+ Str+4 Int-3 Dex+2} (You found it on level 9 of a ziggurat)
369841 | Zig:9    | Got a smoking pewter ring
369843 | Zig:9    | Identified the ring of Wifin {rPois rN+ Str-3 Dex+10 SInv} (You found it on level 9 of a ziggurat)
369859 | Zig:9    | Got a steaming copper ring
369861 | Zig:9    | Identified the ring of Autotheism {rF+ rC+ Dex+2} (You found it on level 9 of a ziggurat)
369867 | Zig:9    | Got a wavering wooden ring
369868 | Zig:9    | Identified the ring "Guruaga" {EV+2 Int+5} (You found it on level 9 of a ziggurat)
369882 | Zig:9    | Got a scorched steel ring
369883 | Zig:9    | Identified the ring "Nuebovomm" {rC+ rN+ EV+1} (You found it on level 9 of a ziggurat)
369981 | Zig:10   | Entered Level 10 of a ziggurat
370010 | Zig:10   | Got a sparkling emerald amulet
370011 | Zig:10   | Identified the amulet of Walujeot {Inacc Dex+4} (You found it on level 10 of a ziggurat)
370110 | Zig:11   | Entered Level 11 of a ziggurat
370141 | Zig:11   | Got a warped ivory ring
370144 | Zig:11   | Got a smoking ruby amulet
370145 | Zig:11   | Identified the amulet of Terghohyb {Reflect rC++ SH+4} (You found it on level 11 of a ziggurat)
370157 | Zig:11   | Got a transparent diamond amulet
370158 | Zig:11   | Identified the amulet "Esanib" {Inacc Str+3} (You found it on level 11 of a ziggurat)
370185 | Zig:11   | Got a warped iron ring
370187 | Zig:11   | Identified the ring "Vakhifipn" {+Fly rElec Stlth-} (You found it on level 11 of a ziggurat)
370361 | Zig:12   | Entered Level 12 of a ziggurat
370385 | Zig:12   | Got a glittering bone ring
370387 | Zig:12   | Identified the ring "Wiatirr" {+Fly rElec rPois MR+ Stlth+} (You found it on level 12 of a ziggurat)
370531 | Zig:13   | Entered Level 13 of a ziggurat
370619 | Zig:13   | Identified Sif Muna's Incunabulum of Flying Venom
370624 | Zig:13   | Got a vibrating pewter ring
370626 | Zig:13   | Identified the ring "Oqamp" {*Tele rC+ rN+ MR+ Stlth-} (You found it on level 13 of a ziggurat)
370638 | Zig:13   | Got a pitted turquoise ring
370639 | Zig:13   | Identified the ring "Ytosor" {Fire rN+ MR+ SInv Stlth-} (You found it on level 13 of a ziggurat)
370645 | Zig:13   | Got a brightly glowing pewter amulet
370646 | Zig:13   | Identified the amulet of Lion {+Rage rF+} (You found it on level 13 of a ziggurat)
370653 | Zig:13   | Got a brightly glowing lead ring
370654 | Zig:13   | Identified the ring of Junymawn {AC+6 Str+6 Slay-3 SInv} (You found it on level 13 of a ziggurat)
370714 | Zig:14   | Entered Level 14 of a ziggurat
370714 | Zig:14   | Noticed a greater mummy
370714 | Zig:14   | Noticed a greater mummy
370714 | Zig:14   | Noticed a greater mummy
370714 | Zig:14   | Noticed a greater mummy
370714 | Zig:14   | Noticed a greater mummy
370714 | Zig:14   | Noticed a greater mummy
370714 | Zig:14   | Noticed a greater mummy
370714 | Zig:14   | Noticed a greater mummy
370714 | Zig:14   | Noticed a greater mummy
370714 | Zig:14   | Noticed a greater mummy
370714 | Zig:14   | Noticed a greater mummy
370714 | Zig:14   | Noticed a greater mummy
370716 | Zig:14   | Noticed a greater mummy
370716 | Zig:14   | Noticed a greater mummy
370716 | Zig:14   | Noticed a greater mummy
370716 | Zig:14   | Noticed a greater mummy
370716 | Zig:14   | Noticed a greater mummy
370716 | Zig:14   | Noticed a greater mummy
370716 | Zig:14   | Killed a greater mummy
370717 | Zig:14   | Killed a greater mummy
370718 | Zig:14   | Killed a greater mummy
370718 | Zig:14   | Killed a greater mummy
370718 | Zig:14   | Killed a greater mummy
370718 | Zig:14   | Killed a greater mummy
370718 | Zig:14   | Killed a greater mummy
370718 | Zig:14   | Killed a greater mummy
370718 | Zig:14   | Killed a greater mummy
370718 | Zig:14   | Killed a greater mummy
370718 | Zig:14   | Killed a greater mummy
370718 | Zig:14   | Killed a greater mummy
370718 | Zig:14   | Killed a greater mummy
370719 | Zig:14   | Noticed an ancient lich
370719 | Zig:14   | Noticed a greater mummy
370719 | Zig:14   | Killed a greater mummy
370720 | Zig:14   | Noticed a greater mummy
370720 | Zig:14   | Noticed a greater mummy
370721 | Zig:14   | Noticed a greater mummy
370721 | Zig:14   | Noticed a greater mummy
370721 | Zig:14   | Noticed a greater mummy
370722 | Zig:14   | Killed a greater mummy
370722 | Zig:14   | Killed a greater mummy
370722 | Zig:14   | Killed a greater mummy
370722 | Zig:14   | Killed a greater mummy
370723 | Zig:14   | Noticed a greater mummy
370723 | Zig:14   | Noticed a greater mummy
370723 | Zig:14   | Noticed a greater mummy
370723 | Zig:14   | Noticed a greater mummy
370723 | Zig:14   | Noticed a greater mummy
370723 | Zig:14   | Noticed a greater mummy
370724 | Zig:14   | Noticed a greater mummy
370724 | Zig:14   | Killed a greater mummy
370724 | Zig:14   | Killed a greater mummy
370724 | Zig:14   | Killed an ancient lich
370724 | Zig:14   | Killed a greater mummy
370725 | Zig:14   | Noticed a greater mummy
370725 | Zig:14   | Noticed a greater mummy
370725 | Zig:14   | Killed a greater mummy
370726 | Zig:14   | Noticed a greater mummy
370726 | Zig:14   | Killed a greater mummy
370726 | Zig:14   | Killed a greater mummy
370726 | Zig:14   | Killed a greater mummy
370726 | Zig:14   | Killed a greater mummy
370726 | Zig:14   | Killed a greater mummy
370727 | Zig:14   | Noticed a greater mummy
370727 | Zig:14   | Killed a greater mummy
370727 | Zig:14   | Killed a greater mummy
370727 | Zig:14   | Killed a greater mummy
370727 | Zig:14   | Killed a greater mummy
370728 | Zig:14   | Noticed a greater mummy
370728 | Zig:14   | Noticed a greater mummy
370728 | Zig:14   | Noticed a greater mummy
370728 | Zig:14   | Killed a greater mummy
370729 | Zig:14   | Noticed a greater mummy
370729 | Zig:14   | Noticed a greater mummy
370730 | Zig:14   | Noticed a greater mummy
370731 | Zig:14   | Killed a greater mummy
370731 | Zig:14   | Killed a greater mummy
370731 | Zig:14   | Killed a greater mummy
370731 | Zig:14   | Killed a greater mummy
370732 | Zig:14   | Noticed a greater mummy
370732 | Zig:14   | Noticed a greater mummy
370734 | Zig:14   | Killed a greater mummy
370734 | Zig:14   | Killed a greater mummy
370734 | Zig:14   | Killed a greater mummy
370735 | Zig:14   | Noticed a greater mummy
370735 | Zig:14   | Noticed a greater mummy
370735 | Zig:14   | Killed a greater mummy
370736 | Zig:14   | Noticed a greater mummy
370736 | Zig:14   | Noticed a greater mummy
370736 | Zig:14   | Killed a greater mummy
370736 | Zig:14   | Killed a greater mummy
370737 | Zig:14   | Noticed a greater mummy
370737 | Zig:14   | Noticed a greater mummy
370738 | Zig:14   | Noticed a greater mummy
370738 | Zig:14   | Noticed a greater mummy
370739 | Zig:14   | Killed a greater mummy
370740 | Zig:14   | Noticed a greater mummy
370740 | Zig:14   | Killed a greater mummy
370740 | Zig:14   | Killed a greater mummy
370741 | Zig:14   | Noticed a greater mummy
370741 | Zig:14   | Killed a greater mummy
370741 | Zig:14   | Killed a greater mummy
370741 | Zig:14   | Killed a greater mummy
370741 | Zig:14   | Killed a greater mummy
370741 | Zig:14   | Killed a greater mummy
370741 | Zig:14   | Killed a greater mummy
370742 | Zig:14   | Killed a greater mummy
370743 | Zig:14   | Killed a greater mummy
370752 | Zig:14   | Got a scintillating wooden ring
370754 | Zig:14   | Identified the ring "Xinih" {MR+ MP+9 Dex+5} (You found it on level 14 of a ziggurat)
370771 | Zig:14   | Got a pitted granite ring
370772 | Zig:14   | Identified the ring of Wonder {Ice Str+4 Int+4} (You found it on level 14 of a ziggurat)
370841 | Zig:15   | Entered Level 15 of a ziggurat
371125 | Zig:16   | Entered Level 16 of a ziggurat
371352 | Zig:17   | Entered Level 17 of a ziggurat
371352 | Zig:17   | Noticed Lotas the pandemonium lord
371352 | Zig:17   | Noticed Neuwyoll the pandemonium lord
371352 | Zig:17   | Noticed Xicop the pandemonium lord
371352 | Zig:17   | Noticed Epno the pandemonium lord
371352 | Zig:17   | Noticed Dehesut the pandemonium lord
371352 | Zig:17   | Noticed Hiareer the pandemonium lord
371352 | Zig:17   | Noticed Caludyef the pandemonium lord
371352 | Zig:17   | Noticed Qiged the pandemonium lord
371352 | Zig:17   | Noticed Duby the pandemonium lord
371352 | Zig:17   | Noticed Plog the pandemonium lord
371352 | Zig:17   | Noticed Busone the pandemonium lord
371352 | Zig:17   | Noticed Liamel the pandemonium lord
371352 | Zig:17   | Noticed Qumosucui the pandemonium lord
371352 | Zig:17   | Noticed Zioly the pandemonium lord
371352 | Zig:17   | Noticed Oppyp the pandemonium lord
371352 | Zig:17   | Noticed Yptalui the pandemonium lord
371352 | Zig:17   | Noticed Rukhliy the pandemonium lord
371352 | Zig:17   | Noticed Jino the pandemonium lord
371352 | Zig:17   | Noticed Xego the pandemonium lord
371352 | Zig:17   | Noticed Adwuheh the pandemonium lord
371352 | Zig:17   | Noticed Yntiuqoxuj the pandemonium lord
371352 | Zig:17   | Noticed Luemobuwi the pandemonium lord
371352 | Zig:17   | Noticed Alozxy the pandemonium lord
371352 | Zig:17   | Noticed Etoed the pandemonium lord
371352 | Zig:17   | Noticed Xyqayguq the pandemonium lord
371352 | Zig:17   | Noticed Xuipypo the pandemonium lord
371352 | Zig:17   | Noticed Korut the pandemonium lord
371352 | Zig:17   | Noticed Jiqi the pandemonium lord
371352 | Zig:17   | Noticed Ariuse Siaq the pandemonium lord
371352 | Zig:17   | Noticed Amiq Zut the pandemonium lord
371352 | Zig:17   | Noticed Bolealol the pandemonium lord
371352 | Zig:17   | Noticed Moro the pandemonium lord
371352 | Zig:17   | Noticed Otaonn the pandemonium lord
371352 | Zig:17   | Noticed Vylisiez the pandemonium lord
371352 | Zig:17   | Noticed Seshut the pandemonium lord
371352 | Zig:17   | Noticed Bunadurr the pandemonium lord
371352 | Zig:17   | Noticed Juleinam the pandemonium lord
371352 | Zig:17   | Noticed Sykima the pandemonium lord
371352 | Zig:17   | Noticed Jisuo the pandemonium lord
371352 | Zig:17   | Noticed Joves the pandemonium lord
371352 | Zig:17   | Noticed Xepoklat the pandemonium lord
371352 | Zig:17   | Noticed Alihech the pandemonium lord
371352 | Zig:17   | Noticed Nacoliy the pandemonium lord
371352 | Zig:17   | Noticed Meigg the pandemonium lord
371352 | Zig:17   | Noticed Cowelummess the pandemonium lord
371352 | Zig:17   | Noticed Itiheame the pandemonium lord
371354 | Zig:17   | Noticed Xuf Jeh the pandemonium lord
371354 | Zig:17   | Noticed Wousel the pandemonium lord
371354 | Zig:17   | Noticed Zydin the pandemonium lord
371355 | Zig:17   | Noticed Enao the pandemonium lord
371355 | Zig:17   | Killed Vylisiez the pandemonium lord
371356 | Zig:17   | Noticed Vawolly the pandemonium lord
371356 | Zig:17   | Noticed Otiug the pandemonium lord
371356 | Zig:17   | Noticed Seotz the pandemonium lord
371356 | Zig:17   | Noticed Gages the pandemonium lord
371356 | Zig:17   | Killed Joves the pandemonium lord
371356 | Zig:17   | Killed Korut the pandemonium lord
371356 | Zig:17   | Killed Etoed the pandemonium lord
371356 | Zig:17   | Killed Xepoklat the pandemonium lord
371356 | Zig:17   | Killed Epno the pandemonium lord
371356 | Zig:17   | Killed Luemobuwi the pandemonium lord
371356 | Zig:17   | Killed Adwuheh the pandemonium lord
371356 | Zig:17   | Killed Rukhliy the pandemonium lord
371356 | Zig:17   | Killed Plog the pandemonium lord
371356 | Zig:17   | Killed Ariuse Siaq the pandemonium lord
371356 | Zig:17   | Noticed Qemiytaj the pandemonium lord
371356 | Zig:17   | Noticed Rueff the pandemonium lord
371357 | Zig:17   | Noticed Solligg the pandemonium lord
371357 | Zig:17   | Killed Bolealol the pandemonium lord
371357 | Zig:17   | Killed Seshut the pandemonium lord
371357 | Zig:17   | Killed Bunadurr the pandemonium lord
371358 | Zig:17   | Killed Jino the pandemonium lord
371358 | Zig:17   | Killed Xego the pandemonium lord
371358 | Zig:17   | Killed Duby the pandemonium lord
371358 | Zig:17   | Killed Qiged the pandemonium lord
371358 | Zig:17   | Killed Nacoliy the pandemonium lord
371359 | Zig:17   | Noticed Nyax the pandemonium lord
371359 | Zig:17   | Noticed Haekinetwo the pandemonium lord
371359 | Zig:17   | Killed Cowelummess the pandemonium lord
371360 | Zig:17   | Noticed Xoppeido the pandemonium lord
371360 | Zig:17   | Noticed Xujyas the pandemonium lord
371360 | Zig:17   | Noticed Visaf the pandemonium lord
371362 | Zig:17   | Killed Moro the pandemonium lord
371362 | Zig:17   | Killed Xyqayguq the pandemonium lord
371362 | Zig:17   | Killed Amiq Zut the pandemonium lord
371362 | Zig:17   | Killed Oppyp the pandemonium lord
371362 | Zig:17   | Killed Enao the pandemonium lord
371362 | Zig:17   | Killed Yptalui the pandemonium lord
371362 | Zig:17   | Killed Otaonn the pandemonium lord
371362 | Zig:17   | Killed Zioly the pandemonium lord
371362 | Zig:17   | Killed Lotas the pandemonium lord
371362 | Zig:17   | Killed Yntiuqoxuj the pandemonium lord
371362 | Zig:17   | Killed Caludyef the pandemonium lord
371362 | Zig:17   | Killed Hiareer the pandemonium lord
371362 | Zig:17   | Killed Peacoam the pandemonium lord
371362 | Zig:17   | Killed Xuf Jeh the pandemonium lord
371363 | Zig:17   | Noticed Ziddopre the pandemonium lord
371363 | Zig:17   | Noticed Saschiuck the pandemonium lord
371363 | Zig:17   | Noticed Beovvu the pandemonium lord
371364 | Zig:17   | Noticed Kygar the pandemonium lord
371364 | Zig:17   | Noticed Biriuck the pandemonium lord
371365 | Zig:17   | Noticed Ocok the pandemonium lord
371365 | Zig:17   | Noticed Cocymajo the pandemonium lord
371365 | Zig:17   | Noticed Miwkol the pandemonium lord
371365 | Zig:17   | Killed Jisuo the pandemonium lord
371365 | Zig:17   | Killed Alihech the pandemonium lord
371365 | Zig:17   | Killed Busone the pandemonium lord
371365 | Zig:17   | Killed Seotz the pandemonium lord
371365 | Zig:17   | Killed Haekinetwo the pandemonium lord
371365 | Zig:17   | Killed Itiheame the pandemonium lord
371366 | Zig:17   | Noticed Gaulale the pandemonium lord
371366 | Zig:17   | Noticed Zabutoti the pandemonium lord
371366 | Zig:17   | Noticed Kack the pandemonium lord
371366 | Zig:17   | Killed Alozxy the pandemonium lord
371366 | Zig:17   | Killed Jiqi the pandemonium lord
371366 | Zig:17   | Killed Qumosucui the pandemonium lord
371366 | Zig:17   | Killed Sykima the pandemonium lord
371366 | Zig:17   | Killed Zydin the pandemonium lord
371367 | Zig:17   | Noticed Ruzxuzim the pandemonium lord
371367 | Zig:17   | Noticed Piazetin the pandemonium lord
371367 | Zig:17   | Noticed Jaosol the pandemonium lord
371367 | Zig:17   | Noticed Gyuczur the pandemonium lord
371368 | Zig:17   | Noticed Fiden the pandemonium lord
371368 | Zig:17   | Noticed Weklam the pandemonium lord
371368 | Zig:17   | Noticed Ulositt the pandemonium lord
371369 | Zig:17   | Noticed Xuul the pandemonium lord
371369 | Zig:17   | Noticed Tauvom the pandemonium lord
371369 | Zig:17   | Noticed Zanodd the pandemonium lord
371369 | Zig:17   | Killed Rueff the pandemonium lord
371371 | Zig:17   | Noticed Ynutir the pandemonium lord
371373 | Zig:17   | Killed Jaosol the pandemonium lord
371375 | Zig:17   | Killed Gaulale the pandemonium lord
371377 | Zig:17   | Killed Nyax the pandemonium lord
371377 | Zig:17   | Killed Saschiuck the pandemonium lord
371378 | Zig:17   | Noticed Zaxyjun the pandemonium lord
371381 | Zig:17   | Noticed Rut Imua the pandemonium lord
371382 | Zig:17   | Noticed Iloesm the pandemonium lord
371382 | Zig:17   | Noticed Nackanar the pandemonium lord
371382 | Zig:17   | Noticed Nyposuux the pandemonium lord
371382 | Zig:17   | Killed Wousel the pandemonium lord
371383 | Zig:17   | Noticed Orhoas the pandemonium lord
371383 | Zig:17   | Noticed Xiycyhoi the pandemonium lord
371383 | Zig:17   | Killed Vawolly the pandemonium lord
371383 | Zig:17   | Killed Dehesut the pandemonium lord
371383 | Zig:17   | Killed Xicop the pandemonium lord
371383 | Zig:17   | Killed Juleinam the pandemonium lord
371383 | Zig:17   | Killed Weklam the pandemonium lord
371383 | Zig:17   | Killed Liamel the pandemonium lord
371385 | Zig:17   | Killed Neuwyoll the pandemonium lord
371385 | Zig:17   | Killed Visaf the pandemonium lord
371385 | Zig:17   | Killed Zaxyjun the pandemonium lord
371386 | Zig:17   | Killed Meigg the pandemonium lord
371387 | Zig:17   | Killed Xoppeido the pandemonium lord
371388 | Zig:17   | Killed Gages the pandemonium lord
371388 | Zig:17   | Killed Solligg the pandemonium lord
371389 | Zig:17   | Noticed Amias the pandemonium lord
371389 | Zig:17   | Noticed Kenoh the pandemonium lord
371389 | Zig:17   | Killed Xuul the pandemonium lord
371390 | Zig:17   | Noticed Vewox the pandemonium lord
371390 | Zig:17   | Noticed Sasa the pandemonium lord
371390 | Zig:17   | Killed Otiug the pandemonium lord
371390 | Zig:17   | Killed Ruzxuzim the pandemonium lord
371391 | Zig:17   | Noticed Kidut the pandemonium lord
371391 | Zig:17   | Noticed Muoseqeu the pandemonium lord
371392 | Zig:17   | Noticed Zosuahoa the pandemonium lord
371392 | Zig:17   | Killed Ulositt the pandemonium lord
371392 | Zig:17   | Killed Xujyas the pandemonium lord
371393 | Zig:17   | Noticed Mosaagapro the pandemonium lord
371394 | Zig:17   | Noticed Jobehedgh the pandemonium lord
371394 | Zig:17   | Noticed Biprecoxt the pandemonium lord
371394 | Zig:17   | Killed Xiycyhoi the pandemonium lord
371394 | Zig:17   | Killed Tauvom the pandemonium lord
371394 | Zig:17   | Killed Kenoh the pandemonium lord
371397 | Zig:17   | Noticed Ifiownar the pandemonium lord
371401 | Zig:17   | Killed Kygar the pandemonium lord
371401 | Zig:17   | Killed Kack the pandemonium lord
371401 | Zig:17   | Killed Zabutoti the pandemonium lord
371401 | Zig:17   | Killed Ziddopre the pandemonium lord
371402 | Zig:17   | Noticed Kycir the pandemonium lord
371402 | Zig:17   | Noticed Ennizat the pandemonium lord
371402 | Zig:17   | Killed Miwkol the pandemonium lord
371402 | Zig:17   | Killed Iloesm the pandemonium lord
371402 | Zig:17   | Killed Biriuck the pandemonium lord
371403 | Zig:17   | Noticed Feufio the pandemonium lord
371405 | Zig:17   | Noticed Zaust the pandemonium lord
371405 | Zig:17   | Killed Nyposuux the pandemonium lord
371406 | Zig:17   | Noticed Giuwa the pandemonium lord
371406 | Zig:17   | Noticed Lopteiny the pandemonium lord
371406 | Zig:17   | Killed Rut Imua the pandemonium lord
371407 | Zig:17   | Killed Gyuczur the pandemonium lord
371407 | Zig:17   | Killed Amias the pandemonium lord
371407 | Zig:17   | Killed Kidut the pandemonium lord
371407 | Zig:17   | Killed Qemiytaj the pandemonium lord
371407 | Zig:17   | Killed Ocok the pandemonium lord
371407 | Zig:17   | Killed Vewox the pandemonium lord
371407 | Zig:17   | Killed Feufio the pandemonium lord
371407 | Zig:17   | Killed Cocymajo the pandemonium lord
371407 | Zig:17   | Killed Ynutir the pandemonium lord
371407 | Zig:17   | Killed Ennizat the pandemonium lord
371408 | Zig:17   | Noticed Toehubog the pandemonium lord
371409 | Zig:17   | Noticed Nyagh the pandemonium lord
371409 | Zig:17   | Noticed Umai the pandemonium lord
371409 | Zig:17   | Noticed Gorch the pandemonium lord
371409 | Zig:17   | Noticed Long the pandemonium lord
371409 | Zig:17   | Noticed Narejetify the pandemonium lord
371409 | Zig:17   | Noticed Cycas the pandemonium lord
371409 | Zig:17   | Noticed Zogoi the pandemonium lord
371409 | Zig:17   | Killed Piazetin the pandemonium lord
371409 | Zig:17   | Killed Orhoas the pandemonium lord
371409 | Zig:17   | Killed Kycir the pandemonium lord
371409 | Zig:17   | Killed Long the pandemonium lord
371409 | Zig:17   | Killed Biprecoxt the pandemonium lord
371409 | Zig:17   | Killed Zanodd the pandemonium lord
371409 | Zig:17   | Killed Nackanar the pandemonium lord
371410 | Zig:17   | Noticed Kaodi the pandemonium lord
371410 | Zig:17   | Noticed Beur the pandemonium lord
371410 | Zig:17   | Noticed Vuutsev the pandemonium lord
371410 | Zig:17   | Noticed Voxtafe the pandemonium lord
371410 | Zig:17   | Killed Ifiownar the pandemonium lord
371410 | Zig:17   | Killed Voxtafe the pandemonium lord
371410 | Zig:17   | Killed Mosaagapro the pandemonium lord
371411 | Zig:17   | Noticed Xydout the pandemonium lord
371411 | Zig:17   | Killed Zogoi the pandemonium lord
371412 | Zig:17   | Noticed Futoal the pandemonium lord
371412 | Zig:17   | Noticed Rogyxkut the pandemonium lord
371412 | Zig:17   | Noticed Teed Aci the pandemonium lord
371412 | Zig:17   | Noticed Jyhupn the pandemonium lord
371412 | Zig:17   | Killed Kaodi the pandemonium lord
371412 | Zig:17   | Killed Narejetify the pandemonium lord
371412 | Zig:17   | Killed Xuipypo the pandemonium lord
371412 | Zig:17   | Killed Zaust the pandemonium lord
371412 | Zig:17   | Killed Giuwa the pandemonium lord
371413 | Zig:17   | Killed Fiden the pandemonium lord
371413 | Zig:17   | Killed Xaiseshrai the pandemonium lord
371414 | Zig:17   | Noticed Maehiar the pandemonium lord
371414 | Zig:17   | Noticed Fiqolud the pandemonium lord
371414 | Zig:17   | Noticed Betoeh the pandemonium lord
371414 | Zig:17   | Noticed Noamyu the pandemonium lord
371414 | Zig:17   | Noticed Rotuegau the pandemonium lord
371415 | Zig:17   | Noticed Lewab the pandemonium lord
371415 | Zig:17   | Noticed Iggas the pandemonium lord
371416 | Zig:17   | Noticed Fyedaul the pandemonium lord
371416 | Zig:17   | Killed Lopteiny the pandemonium lord
371417 | Zig:17   | Noticed Vapiug the pandemonium lord
371417 | Zig:17   | Noticed Ciak Bio the pandemonium lord
371418 | Zig:17   | Killed Muoseqeu the pandemonium lord
371419 | Zig:17   | Killed Jobehedgh the pandemonium lord
371419 | Zig:17   | Killed Vuutsev the pandemonium lord
371419 | Zig:17   | Killed Beur the pandemonium lord
371420 | Zig:17   | Noticed Nerratt the pandemonium lord
371421 | Zig:17   | Noticed Ekhle Aji the pandemonium lord
371422 | Zig:17   | Noticed Idadaege the pandemonium lord
371422 | Zig:17   | Noticed Ulycraku the pandemonium lord
371422 | Zig:17   | Noticed Pemokh the pandemonium lord
371423 | Zig:17   | Killed Fiqolud the pandemonium lord
371423 | Zig:17   | Killed Toehubog the pandemonium lord
371423 | Zig:17   | Killed Vapiug the pandemonium lord
371423 | Zig:17   | Killed Maehiar the pandemonium lord
371423 | Zig:17   | Killed Fyedaul the pandemonium lord
371423 | Zig:17   | Killed Ciak Bio the pandemonium lord
371423 | Zig:17   | Killed Zosuahoa the pandemonium lord
371424 | Zig:17   | Noticed Leistol the pandemonium lord
371424 | Zig:17   | Noticed Qijeicy the pandemonium lord
371424 | Zig:17   | Noticed Baiwao the pandemonium lord
371425 | Zig:17   | Killed Pemokh the pandemonium lord
371425 | Zig:17   | Killed Futoal the pandemonium lord
371426 | Zig:17   | Noticed Zammyec the pandemonium lord
371427 | Zig:17   | Noticed Ydefun the pandemonium lord
371427 | Zig:17   | Noticed Nutyrph the pandemonium lord
371427 | Zig:17   | Killed Cycas the pandemonium lord
371427 | Zig:17   | Killed Sasa the pandemonium lord
371428 | Zig:17   | Noticed Doefromp the pandemonium lord
371428 | Zig:17   | Noticed Alaxzam the pandemonium lord
371429 | Zig:17   | Noticed Epleta the pandemonium lord
371429 | Zig:17   | Noticed Tanag the pandemonium lord
371430 | Zig:17   | Killed Ekhle Aji the pandemonium lord
371431 | Zig:17   | Noticed Vuluplufyo the pandemonium lord
371431 | Zig:17   | Killed Jyhupn the pandemonium lord
371431 | Zig:17   | Killed Noamyu the pandemonium lord
371431 | Zig:17   | Killed Idadaege the pandemonium lord
371431 | Zig:17   | Killed Umai the pandemonium lord
371432 | Zig:17   | Noticed Zivogg the pandemonium lord
371433 | Zig:17   | Noticed Uprahaar the pandemonium lord
371433 | Zig:17   | Noticed Ischut the pandemonium lord
371433 | Zig:17   | Killed Qijeicy the pandemonium lord
371433 | Zig:17   | Killed Zammyec the pandemonium lord
371433 | Zig:17   | Killed Teed Aci the pandemonium lord
371433 | Zig:17   | Killed Ydefun the pandemonium lord
371433 | Zig:17   | Killed Betoeh the pandemonium lord
371433 | Zig:17   | Killed Iggas the pandemonium lord
371433 | Zig:17   | Killed Rogyxkut the pandemonium lord
371433 | Zig:17   | Killed Nerratt the pandemonium lord
371434 | Zig:17   | Noticed Zootuw the pandemonium lord
371434 | Zig:17   | Noticed Astyvib the pandemonium lord
371434 | Zig:17   | Killed Doefromp the pandemonium lord
371434 | Zig:17   | Killed Uprahaar the pandemonium lord
371435 | Zig:17   | Noticed Rofreat the pandemonium lord
371435 | Zig:17   | Noticed Qakkuun the pandemonium lord
371435 | Zig:17   | Killed Vuluplufyo the pandemonium lord
371435 | Zig:17   | Killed Nutyrph the pandemonium lord
371436 | Zig:17   | Noticed Moybueda the pandemonium lord
371436 | Zig:17   | Noticed Eqyupn the pandemonium lord
371436 | Zig:17   | Noticed Noawin the pandemonium lord
371436 | Zig:17   | Killed Gorch the pandemonium lord
371436 | Zig:17   | Killed Lewab the pandemonium lord
371437 | Zig:17   | Noticed Soimic Fin the pandemonium lord
371437 | Zig:17   | Noticed Verpho Yppoes the pandemonium lord
371438 | Zig:17   | Noticed Luybutur the pandemonium lord
371438 | Zig:17   | Noticed Gaokor the pandemonium lord
371438 | Zig:17   | Killed Zivogg the pandemonium lord
371438 | Zig:17   | Killed Xydout the pandemonium lord
371438 | Zig:17   | Killed Tanag the pandemonium lord
371439 | Zig:17   | Killed Leistol the pandemonium lord
371439 | Zig:17   | Killed Verpho Yppoes the pandemonium lord
371439 | Zig:17   | Killed Rofreat the pandemonium lord
371440 | Zig:17   | Noticed Pouxudurr the pandemonium lord
371440 | Zig:17   | Noticed Boggutt the pandemonium lord
371440 | Zig:17   | Noticed Archeukeo the pandemonium lord
371441 | Zig:17   | Noticed Waudon the pandemonium lord
371442 | Zig:17   | Noticed Zitageam the pandemonium lord
371444 | Zig:17   | Noticed Raoruvei the pandemonium lord
371444 | Zig:17   | Noticed Vaqaog the pandemonium lord
371445 | Zig:17   | Noticed Domopnil the pandemonium lord
371446 | Zig:17   | Noticed Tiemneis the pandemonium lord
371446 | Zig:17   | Noticed Julieng the pandemonium lord
371447 | Zig:17   | Killed Nyagh the pandemonium lord
371447 | Zig:17   | Killed Pouxudurr the pandemonium lord
371448 | Zig:17   | Noticed Keofeg the pandemonium lord
371448 | Zig:17   | Killed Rotuegau the pandemonium lord
371449 | Zig:17   | Noticed Cakah the pandemonium lord
371449 | Zig:17   | Noticed Ydusuxt the pandemonium lord
371450 | Zig:17   | Noticed Muojuyn the pandemonium lord
371450 | Zig:17   | Noticed Vuaf Cung the pandemonium lord
371450 | Zig:17   | Noticed Tiemionk the pandemonium lord
371451 | Zig:17   | Noticed Caaqi the pandemonium lord
371452 | Zig:17   | Noticed Soakil Zoja the pandemonium lord
371453 | Zig:17   | Noticed Oneag the pandemonium lord
371453 | Zig:17   | Killed Archeukeo the pandemonium lord
371454 | Zig:17   | Noticed Raowkin the pandemonium lord
371454 | Zig:17   | Noticed Pibot the pandemonium lord
371455 | Zig:17   | Noticed Orisad the pandemonium lord
371456 | Zig:17   | Noticed Luwuash the pandemonium lord
371456 | Zig:17   | Killed Gaokor the pandemonium lord
371457 | Zig:17   | Noticed Onwaadd the pandemonium lord
371460 | Zig:17   | Killed Astyvib the pandemonium lord
371460 | Zig:17   | Killed Vaqaog the pandemonium lord
371462 | Zig:17   | Noticed Vysaps the pandemonium lord
371462 | Zig:17   | Noticed Wousalua the pandemonium lord
371463 | Zig:17   | Killed Baiwao the pandemonium lord
371463 | Zig:17   | Killed Raowkin the pandemonium lord
371463 | Zig:17   | Killed Zootuw the pandemonium lord
371464 | Zig:17   | Killed Epleta the pandemonium lord
371464 | Zig:17   | Killed Ischut the pandemonium lord
371464 | Zig:17   | Killed Ulycraku the pandemonium lord
371464 | Zig:17   | Killed Soimic Fin the pandemonium lord
371465 | Zig:17   | Killed Wousalua the pandemonium lord
371465 | Zig:17   | Killed Tiemionk the pandemonium lord
371465 | Zig:17   | Killed Waudon the pandemonium lord
371465 | Zig:17   | Killed Moybueda the pandemonium lord
371465 | Zig:17   | Killed Soakil Zoja the pandemonium lord
371465 | Zig:17   | Killed Pibot the pandemonium lord
371465 | Zig:17   | Killed Beovvu the pandemonium lord
371465 | Zig:17   | Killed Luybutur the pandemonium lord
371465 | Zig:17   | Killed Raoruvei the pandemonium lord
371466 | Zig:17   | Noticed Nupuc the pandemonium lord
371466 | Zig:17   | Killed Noawin the pandemonium lord
371466 | Zig:17   | Killed Alaxzam the pandemonium lord
371467 | Zig:17   | Noticed Gukopyl the pandemonium lord
371467 | Zig:17   | Noticed Vacoucaesu the pandemonium lord
371467 | Zig:17   | Killed Caaqi the pandemonium lord
371467 | Zig:17   | Killed Domopnil the pandemonium lord
371467 | Zig:17   | Killed Wumpaib the pandemonium lord
371468 | Zig:17   | Noticed Quatewn the pandemonium lord
371468 | Zig:17   | Killed Nupuc the pandemonium lord
371468 | Zig:17   | Killed Onwaadd the pandemonium lord
371468 | Zig:17   | Killed Qakkuun the pandemonium lord
371468 | Zig:17   | Killed Eqyupn the pandemonium lord
371468 | Zig:17   | Killed Luwuash the pandemonium lord
371468 | Zig:17   | Killed Orisad the pandemonium lord
371469 | Zig:17   | Noticed Coiw the pandemonium lord
371469 | Zig:17   | Noticed Sirutt the pandemonium lord
371469 | Zig:17   | Noticed Zudghoi the pandemonium lord
371470 | Zig:17   | Noticed Hesuuneo the pandemonium lord
371471 | Zig:17   | Noticed Mumonlen the pandemonium lord
371471 | Zig:17   | Noticed Xaexkev the pandemonium lord
371471 | Zig:17   | Noticed Uselyid the pandemonium lord
371471 | Zig:17   | Noticed Oruafym the pandemonium lord
371472 | Zig:17   | Noticed Juk Tuirimui the pandemonium lord
371472 | Zig:17   | Noticed Haezeo Honk the pandemonium lord
371477 | Zig:17   | Noticed Miyme the pandemonium lord
371477 | Zig:17   | Killed Neppo the pandemonium lord
371477 | Zig:17   | Killed Miyme the pandemonium lord
371479 | Zig:17   | Killed Oneag the pandemonium lord
371479 | Zig:17   | Killed Quatewn the pandemonium lord
371479 | Zig:17   | Killed Tiemneis the pandemonium lord
371479 | Zig:17   | Killed Vysaps the pandemonium lord
371479 | Zig:17   | Killed Gukopyl the pandemonium lord
371482 | Zig:17   | Noticed Ivut the pandemonium lord
371482 | Zig:17   | Killed Vacoucaesu the pandemonium lord
371482 | Zig:17   | Killed Boggutt the pandemonium lord
371484 | Zig:17   | Noticed Heett the pandemonium lord
371485 | Zig:17   | Noticed Isuqya the pandemonium lord
371485 | Zig:17   | Noticed Ymuopp the pandemonium lord
371486 | Zig:17   | Noticed Tagotaix the pandemonium lord
371486 | Zig:17   | Killed Ivut the pandemonium lord
371486 | Zig:17   | Killed Ydusuxt the pandemonium lord
371486 | Zig:17   | Killed Uselyid the pandemonium lord
371486 | Zig:17   | Killed Haezeo Honk the pandemonium lord
371486 | Zig:17   | Killed Cakah the pandemonium lord
371486 | Zig:17   | Killed Zitageam the pandemonium lord
371487 | Zig:17   | Noticed Teraaj the pandemonium lord
371487 | Zig:17   | Noticed Awaatisept the pandemonium lord
371488 | Zig:17   | Noticed Paewakk the pandemonium lord
371488 | Zig:17   | Killed Vuaf Cung the pandemonium lord
371488 | Zig:17   | Killed Keofeg the pandemonium lord
371489 | Zig:17   | Noticed Xesis the pandemonium lord
371489 | Zig:17   | Noticed Ogump the pandemonium lord
371489 | Zig:17   | Killed Oruafym the pandemonium lord
371489 | Zig:17   | Killed Heett the pandemonium lord
371489 | Zig:17   | Killed Mumonlen the pandemonium lord
371489 | Zig:17   | Killed Juk Tuirimui the pandemonium lord
371489 | Zig:17   | Killed Julieng the pandemonium lord
371489 | Zig:17   | Killed Teraaj the pandemonium lord
371490 | Zig:17   | Killed Awaatisept the pandemonium lord
371490 | Zig:17   | Killed Wocvorar the pandemonium lord
371490 | Zig:17   | Killed Hesuuneo the pandemonium lord
371490 | Zig:17   | Killed Muojuyn the pandemonium lord
371490 | Zig:17   | Killed Zudghoi the pandemonium lord
371490 | Zig:17   | Killed Xaexkev the pandemonium lord
371490 | Zig:17   | Killed Xesis the pandemonium lord
371490 | Zig:17   | Killed Ymuopp the pandemonium lord
371490 | Zig:17   | Killed Sirutt the pandemonium lord
371492 | Zig:17   | Noticed Wiechik the pandemonium lord
371492 | Zig:17   | Killed Ogump the pandemonium lord
371492 | Zig:17   | Killed Paewakk the pandemonium lord
371492 | Zig:17   | Killed Voagen the pandemonium lord
371492 | Zig:17   | Killed Coiw the pandemonium lord
371493 | Zig:17   | Noticed Eski the pandemonium lord
371493 | Zig:17   | Noticed Etuynwas the pandemonium lord
371494 | Zig:17   | Noticed Ufikhlown the pandemonium lord
371497 | Zig:17   | Noticed Yptaw Wuehy the pandemonium lord
371498 | Zig:17   | Noticed Betab the pandemonium lord
371498 | Zig:17   | Noticed Midad the pandemonium lord
371499 | Zig:17   | Killed Etuynwas the pandemonium lord
371500 | Zig:17   | Noticed Tuadgh Tayl the pandemonium lord
371500 | Zig:17   | Noticed Lowuis the pandemonium lord
371500 | Zig:17   | Noticed Kosoirig the pandemonium lord
371500 | Zig:17   | Killed Yptaw Wuehy the pandemonium lord
371500 | Zig:17   | Killed Tagotaix the pandemonium lord
371500 | Zig:17   | Killed Eski the pandemonium lord
371501 | Zig:17   | Noticed Atearhuo the pandemonium lord
371501 | Zig:17   | Killed Betab the pandemonium lord
371502 | Zig:17   | Noticed Suovim the pandemonium lord
371503 | Zig:17   | Noticed Duapt the pandemonium lord
371503 | Zig:17   | Noticed Haxepha the pandemonium lord
371503 | Zig:17   | Noticed Xodit the pandemonium lord
371503 | Zig:17   | Noticed Laitotile the pandemonium lord
371503 | Zig:17   | Noticed Bemna the pandemonium lord
371503 | Zig:17   | Killed Isuqya the pandemonium lord
371504 | Zig:17   | Noticed Nopuk the pandemonium lord
371504 | Zig:17   | Killed Atearhuo the pandemonium lord
371505 | Zig:17   | Noticed Weng the pandemonium lord
371505 | Zig:17   | Noticed Asuoseorr the pandemonium lord
371505 | Zig:17   | Noticed Fil Pujo the pandemonium lord
371506 | Zig:17   | Noticed Gona the pandemonium lord
371506 | Zig:17   | Killed Midad the pandemonium lord
371507 | Zig:17   | Noticed Diorauf the pandemonium lord
371508 | Zig:17   | Noticed Yqee the pandemonium lord
371509 | Zig:17   | Noticed Toamofium the pandemonium lord
371509 | Zig:17   | Killed Tuadgh Tayl the pandemonium lord
371510 | Zig:17   | Killed Gona the pandemonium lord
371510 | Zig:17   | Killed Asuoseorr the pandemonium lord
371510 | Zig:17   | Killed Diorauf the pandemonium lord
371510 | Zig:17   | Killed Wiechik the pandemonium lord
371511 | Zig:17   | Noticed Faohoeph the pandemonium lord
371512 | Zig:17   | Noticed Giso Toeme the pandemonium lord
371513 | Zig:17   | Killed Kosoirig the pandemonium lord
371513 | Zig:17   | Killed Suovim the pandemonium lord
371514 | Zig:17   | Killed Haxepha the pandemonium lord
371516 | Zig:17   | Killed Duapt the pandemonium lord
371517 | Zig:17   | Noticed Coucy the pandemonium lord
371519 | Zig:17   | Noticed Zokhu the pandemonium lord
371519 | Zig:17   | Noticed Sypin the pandemonium lord
371521 | Zig:17   | Killed Lowuis the pandemonium lord
371522 | Zig:17   | Noticed Maaceune the pandemonium lord
371525 | Zig:17   | Noticed Kadgh the pandemonium lord
371525 | Zig:17   | Killed Bemna the pandemonium lord
371531 | Zig:17   | Killed Ufikhlown the pandemonium lord
371533 | Zig:17   | Killed Giso Toeme the pandemonium lord
371536 | Zig:17   | Killed Faohoeph the pandemonium lord
371536 | Zig:17   | Killed Toamofium the pandemonium lord
371536 | Zig:17   | Killed Yqee the pandemonium lord
371537 | Zig:17   | Killed Xodit the pandemonium lord
371538 | Zig:17   | Noticed Nasozaf the pandemonium lord
371538 | Zig:17   | Killed Sypin the pandemonium lord
371539 | Zig:17   | Killed Fil Pujo the pandemonium lord
371539 | Zig:17   | Killed Coucy the pandemonium lord
371539 | Zig:17   | Killed Maaceune the pandemonium lord
371540 | Zig:17   | Noticed Pesutyxt the pandemonium lord
371540 | Zig:17   | Killed Laitotile the pandemonium lord
371540 | Zig:17   | Killed Nopuk the pandemonium lord
371542 | Zig:17   | Noticed Plog the pandemonium lord
371542 | Zig:17   | Killed Kadgh the pandemonium lord
371542 | Zig:17   | Killed Zokhu the pandemonium lord
371545 | Zig:17   | Noticed Susistrui the pandemonium lord
371546 | Zig:17   | Noticed Baschec the pandemonium lord
371551 | Zig:17   | Noticed Xargh the pandemonium lord
371551 | Zig:17   | Noticed Ocziapt the pandemonium lord
371551 | Zig:17   | Noticed Ipipesuk the pandemonium lord
371551 | Zig:17   | Killed Pesutyxt the pandemonium lord
371553 | Zig:17   | Killed Baschec the pandemonium lord
371553 | Zig:17   | Killed Nasozaf the pandemonium lord
371553 | Zig:17   | Killed Ipipesuk the pandemonium lord
371555 | Zig:17   | Killed Xargh the pandemonium lord
371556 | Zig:17   | Killed Ocziapt the pandemonium lord
371556 | Zig:17   | Killed Susistrui the pandemonium lord
371561 | Zig:17   | Noticed Ucwuh the pandemonium lord
371561 | Zig:17   | Killed Ucwuh the pandemonium lord
371562 | Zig:17   | Noticed Ilalyeg the pandemonium lord
371562 | Zig:17   | Killed Plog the pandemonium lord
371563 | Zig:17   | Noticed Xathro Ak Ipo the pandemonium lord
371564 | Zig:17   | Noticed Doygawakhle the pandemonium lord
371564 | Zig:17   | Noticed Dogoah the pandemonium lord
371566 | Zig:17   | Killed Weng the pandemonium lord
371570 | Zig:17   | Killed Dogoah the pandemonium lord
371572 | Zig:17   | Noticed Ogoxuq the pandemonium lord
371572 | Zig:17   | Killed Qef Vawa the pandemonium lord
371578 | Zig:17   | Killed Xathro Ak Ipo the pandemonium lord
371581 | Zig:17   | Killed Ilalyeg the pandemonium lord
371582 | Zig:17   | Killed Ogoxuq the pandemonium lord
371582 | Zig:17   | Killed Doygawakhle the pandemonium lord
371730 | Zig:17   | Got a shimmering silver ring
371731 | Zig:17   | Identified the cursed ring of Vutol {rElec Str-2 Stlth+} (You found it on level 17 of a ziggurat)
371795 | Zig:18   | Entered Level 18 of a ziggurat
371967 | Zig:18   | Got a wavering brass amulet
371970 | Zig:18   | Identified the amulet "Gaiq" {Inacc rPois MR- Int-4 Dex+8} (You found it on level 18 of a ziggurat)
371974 | Zig:18   | Identified the ring "Dedwiff" {rN+ Int+2 Dex+4 SInv Stlth+} (You found it on level 11 of a ziggurat)
371978 | Zig:18   | Got a warped copper ring
371979 | Zig:18   | Identified the ring of Fedhas's Displeasure {rC+ MR+ Dex-5 Stlth+} (You found it on level 18 of a ziggurat)
371988 | Zig:18   | Identified the Grimoire of the Cricket
372155 | Zig:18   | Identified the +1 pair of boots of the Pits of Slime {rN+ Str+6 Int+3 Dex+4} (You found it on level 18 of a ziggurat)
372161 | Zig:18   | Identified Wukhleu's Reference Book on the Ensnaring Snowflakes
372164 | Zig:18   | Identified the cursed +0 helmet of Hoolankevi {rF+ Str-4 Int+5} (You found it on level 18 of a ziggurat)
372210 | Zig:19   | Entered Level 19 of a ziggurat
372210 | Zig:19   | Noticed an ancient lich
372210 | Zig:19   | Noticed an ancient lich
372210 | Zig:19   | Noticed an ancient lich
372211 | Zig:19   | Killed an ancient lich
372212 | Zig:19   | Noticed an ancient lich
372213 | Zig:19   | Killed an ancient lich
372213 | Zig:19   | Killed an ancient lich
372214 | Zig:19   | Noticed an ancient lich
372215 | Zig:19   | Killed an ancient lich
372216 | Zig:19   | Noticed an ancient lich
372216 | Zig:19   | Killed an ancient lich
372217 | Zig:19   | Noticed an ancient lich
372217 | Zig:19   | Noticed an ancient lich
372217 | Zig:19   | Noticed an ancient lich
372218 | Zig:19   | Noticed an ancient lich
372218 | Zig:19   | Noticed an ancient lich
372219 | Zig:19   | Killed an ancient lich
372219 | Zig:19   | Killed an ancient lich
372219 | Zig:19   | Killed an ancient lich
372219 | Zig:19   | Killed an ancient lich
372220 | Zig:19   | Noticed an ancient lich
372220 | Zig:19   | Noticed an ancient lich
372221 | Zig:19   | Noticed an ancient lich
372221 | Zig:19   | Noticed an ancient lich
372221 | Zig:19   | Noticed an ancient lich
372222 | Zig:19   | Killed an ancient lich
372222 | Zig:19   | Killed an ancient lich
372223 | Zig:19   | Noticed an ancient lich
372223 | Zig:19   | Noticed an ancient lich
372223 | Zig:19   | Killed an ancient lich
372224 | Zig:19   | Noticed an ancient lich
372224 | Zig:19   | Killed an ancient lich
372224 | Zig:19   | Killed an ancient lich
372225 | Zig:19   | Noticed an ancient lich
372225 | Zig:19   | Killed an ancient lich
372225 | Zig:19   | Killed an ancient lich
372225 | Zig:19   | Noticed an ancient lich
372226 | Zig:19   | Noticed an ancient lich
372226 | Zig:19   | Noticed an ancient lich
372226 | Zig:19   | Noticed an ancient lich
372226 | Zig:19   | Killed an ancient lich
372227 | Zig:19   | Noticed an ancient lich
372227 | Zig:19   | Noticed an ancient lich
372227 | Zig:19   | Noticed an ancient lich
372227 | Zig:19   | Noticed an ancient lich
372227 | Zig:19   | Killed an ancient lich
372227 | Zig:19   | Killed an ancient lich
372228 | Zig:19   | Noticed an ancient lich
372228 | Zig:19   | Noticed an ancient lich
372228 | Zig:19   | Noticed an ancient lich
372228 | Zig:19   | Noticed an ancient lich
372228 | Zig:19   | Killed an ancient lich
372228 | Zig:19   | Killed an ancient lich
372228 | Zig:19   | Killed an ancient lich
372229 | Zig:19   | Killed an ancient lich
372230 | Zig:19   | Noticed an ancient lich
372231 | Zig:19   | Noticed an ancient lich
372232 | Zig:19   | Noticed an ancient lich
372232 | Zig:19   | Killed an ancient lich
372232 | Zig:19   | Killed an ancient lich
372232 | Zig:19   | Killed an ancient lich
372232 | Zig:19   | Killed an ancient lich
372232 | Zig:19   | Killed an ancient lich
372232 | Zig:19   | Killed an ancient lich
372232 | Zig:19   | Killed an ancient lich
372232 | Zig:19   | Killed an ancient lich
372232 | Zig:19   | Killed an ancient lich
372232 | Zig:19   | Killed an ancient lich
372233 | Zig:19   | Noticed an ancient lich
372233 | Zig:19   | Noticed an ancient lich
372234 | Zig:19   | Killed an ancient lich
372236 | Zig:19   | Noticed an ancient lich
372236 | Zig:19   | Noticed an ancient lich
372236 | Zig:19   | Killed an ancient lich
372236 | Zig:19   | Killed an ancient lich
372236 | Zig:19   | Killed an ancient lich
372239 | Zig:19   | Killed an ancient lich
372242 | Zig:19   | Killed an ancient lich
372243 | Zig:19   | Noticed an ancient lich
372244 | Zig:19   | Noticed an ancient lich
372247 | Zig:19   | Killed an ancient lich
372249 | Zig:19   | Killed an ancient lich
372259 | Zig:19   | Identified Ymetaf's Collected Works on Aid
372538 | Zig:19   | Identified the Reference Book on Ashen Unholy Rites
372576 | Zig:19   | Identified the Papyrus of Contamination and the Frostbite
372625 | Zig:20   | Entered Level 20 of a ziggurat
372694 | Zig:20   | Identified the Incunabulum of Poisonous Execration
372881 | Zig:21   | Entered Level 21 of a ziggurat
372967 | Zig:21   | Got a translucent graven amulet
372968 | Zig:21   | Identified the amulet "Cet Reasch" {Reflect Dex+3 SH+4} (You found it on level 21 of a ziggurat)
373009 | Zig:21   | Got a slimy copper ring
373010 | Zig:21   | Identified the ring of Udowy {rCorr rN+} (You found it on level 21 of a ziggurat)
373195 | Zig:21   | Identified Sumag's Compendium of Ashen Heat
373209 | Zig:21   | Identified the +10 broad axe of Famine {flame, rC+ Str+2} (You found it on level 21 of a ziggurat)
373248 | Zig:22   | Entered Level 22 of a ziggurat
373380 | Zig:22   | Noticed Todito the pandemonium lord
373392 | Zig:22   | Killed Todito the pandemonium lord
373574 | Zig:22   | Got a glittering ivory ring
373575 | Zig:22   | Identified the ring of Dufah {Ice -Tele MR++ Str+4} (You found it on level 22 of a ziggurat)
373592 | Zig:22   | Got a heavily runed lead amulet
373593 | Zig:22   | Identified the amulet "Nelifeec" {Harm *Drain rF+ Int-5 Slay+2} (You found it on level 22 of a ziggurat)
373604 | Zig:22   | Got a sparkling graven amulet
373605 | Zig:22   | Identified the amulet "Ebraz" {Faith Int+3 Dex+3} (You found it on level 22 of a ziggurat)
373631 | Zig:22   | Got a pitted steel ring
373632 | Zig:22   | Identified the ring "Tayrifa" {+Blink +Fly rElec Int+3} (You found it on level 22 of a ziggurat)
373704 | Zig:23   | Entered Level 23 of a ziggurat
373795 | Zig:23   | Identified the Almanac of the Virous Frostbite
373799 | Zig:23   | Got a faintly glowing marble ring
373800 | Zig:23   | Identified the ring of Asyzos {rN+ Stlth+} (You found it on level 23 of a ziggurat)
373852 | Zig:23   | Got a pitted brass ring
373853 | Zig:23   | Identified the ring "Hanozitu" {rC+++ MR+ MP+9 Int-4 SInv} (You found it on level 23 of a ziggurat)
373857 | Zig:23   | Got a fine amethyst amulet
373858 | Zig:23   | Identified the amulet of Red Wine {Reflect rF+ SH+4} (You found it on level 23 of a ziggurat)
373871 | Zig:23   | Got a faintly glowing jade ring
373875 | Zig:23   | Identified the ring of Ycsomis {Int+6 Dex+4} (You found it on level 23 of a ziggurat)
374245 | Zig:23   | Identified the +1 gold dragon scales "Qoottae" {+Fly rPois rF+ rC+ Str-2 Slay+2} (You found it on level 23 of a ziggurat)
374260 | Zig:24   | Entered Level 24 of a ziggurat
374336 | Zig:24   | Identified the Almanac of Unholy Clay
374589 | Zig:24   | Got a slimy steel ring
374591 | Zig:24   | Identified the ring of Jeen {*Drain rElec Str+2 Dex+9 SInv} (You found it on level 24 of a ziggurat)
374594 | Zig:24   | Identified the Incunabulum of Hurtful Earth
374606 | Zig:24   | Identified the Collected Works on the Birds and Clay
374613 | Zig:24   | Got a vibrating amber ring
374616 | Zig:24   | Identified the ring "Hoxiyp" {rF+ Str+2 Int+2 Stlth-} (You found it on level 24 of a ziggurat)
374620 | Zig:24   | Got a glittering copper ring
374621 | Zig:24   | Identified the ring "Kifass" {Ice *Drain +Inv Str+6} (You found it on level 24 of a ziggurat)
374765 | Zig:25   | Entered Level 25 of a ziggurat
374829 | Zig:25   | Got a slimy brass ring
374831 | Zig:25   | Identified the ring "Silery" {+Fly Str+4} (You found it on level 25 of a ziggurat)
374835 | Zig:25   | Identified the cursed -1 large shield "Dyrebuka" {*Corrode rElec Str+6} (You found it on level 25 of a ziggurat)
374837 | Zig:25   | Identified the +0 pair of boots of Makhleb's Favour {*Contam Str+5 Stlth+} (You found it on level 25 of a ziggurat)
374842 | Zig:25   | Identified the Papyrus of the Cloudy Traveller
374846 | Zig:25   | Identified the +4 pair of boots "Nergha" {rF+ Slay+4} (You found it on level 25 of a ziggurat)
374849 | Zig:25   | Got a sparkling copper ring
374850 | Zig:25   | Identified the ring of Nitoi {Str+2 Slay+2 Stlth+} (You found it on level 25 of a ziggurat)
374859 | Zig:25   | Got a twitching bronze ring
374860 | Zig:25   | Identified the ring of Sioseg {rCorr rC+} (You found it on level 25 of a ziggurat)
374867 | Zig:25   | Got a scintillating amber ring
374868 | Zig:25   | Identified the ring "Loube" {Ice *Drain Str+2 Stlth+} (You found it on level 25 of a ziggurat)
375191 | Zig:26   | Entered Level 26 of a ziggurat
375290 | Zig:26   | Got a scintillating ruby amulet
375291 | Zig:26   | Identified the amulet "Guupt" {RegenMP MR+ Dex+6 Stlth+} (You found it on level 26 of a ziggurat)
375330 | Zig:26   | Got a glittering marble ring
375332 | Zig:26   | Identified the ring of Xenalymm {rPois rC- Int+2 Dex+4} (You found it on level 26 of a ziggurat)
375348 | Zig:26   | Got a sparkling copper amulet
375349 | Zig:26   | Identified the amulet "Heyrr" {Reflect SH+5 Stlth+} (You found it on level 26 of a ziggurat)
375687 | Zig:26   | Identified the +0 cloak "Piyniuw" {*Contam rN+ Str+2 Int+4} (You found it on level 26 of a ziggurat)
375700 | Zig:27   | Entered Level 27 of a ziggurat
375774 | Zig:27   | Got a wavering lead ring
375776 | Zig:27   | Identified the ring of the Endless Expanse {*Tele *Drain +Blink rElec Dex-2} (You found it on level 27 of a ziggurat)
375815 | Zig:27   | Got a flickering steel ring
375816 | Zig:27   | Identified the ring of the Exiled Deaths {Wiz rN+ Str+2} (You found it on level 27 of a ziggurat)
376116 | Zig:27   | Got a twitching turquoise ring
376117 | Zig:27   | Identified the ring of Caoxiebb {*Contam rPois rN+ AC+6} (You found it on level 27 of a ziggurat)
376211 | Zig:27   | Identified the cursed -5 cloak of Serendipity {rC+} (You found it on level 27 of a ziggurat)
376213 | Zig:27   | Identified Udosmah's Guide on Harmful Evil Rituals
376245 | Depths:2 | Identified the +2 pair of boots of the Blessings {rCorr Int-2 Slay+2} (You acquired it on level 2 of the Depths)
376313 | Zig:1    | Entered Level 1 of a ziggurat
376313 | Zig:1    | Noticed a juggernaut
376313 | Zig:1    | Noticed a juggernaut
376313 | Zig:1    | Noticed a juggernaut
376313 | Zig:1    | Noticed a juggernaut
376313 | Zig:1    | Noticed a juggernaut
376313 | Zig:1    | Noticed a juggernaut
376318 | Zig:1    | Noticed a juggernaut
376318 | Zig:1    | Killed a juggernaut
376318 | Zig:1    | Killed a juggernaut
376318 | Zig:1    | Killed a juggernaut
376318 | Zig:1    | Killed a juggernaut
376318 | Zig:1    | Killed a juggernaut
376318 | Zig:1    | Killed a juggernaut
376323 | Zig:1    | Killed a juggernaut
376366 | Zig:2    | Entered Level 2 of a ziggurat
376427 | Zig:3    | Entered Level 3 of a ziggurat
376427 | Zig:3    | Noticed a juggernaut
376427 | Zig:3    | Noticed a juggernaut
376427 | Zig:3    | Noticed a juggernaut
376427 | Zig:3    | Noticed a juggernaut
376430 | Zig:3    | Noticed a juggernaut
376430 | Zig:3    | Noticed a juggernaut
376433 | Zig:3    | Killed a juggernaut
376433 | Zig:3    | Killed a juggernaut
376433 | Zig:3    | Killed a juggernaut
376433 | Zig:3    | Killed a juggernaut
376433 | Zig:3    | Killed a juggernaut
376433 | Zig:3    | Killed a juggernaut
376433 | Zig:3    | Noticed a juggernaut
376434 | Zig:3    | Noticed a juggernaut
376435 | Zig:3    | Noticed a juggernaut
376435 | Zig:3    | Noticed a juggernaut
376440 | Zig:3    | Killed a juggernaut
376440 | Zig:3    | Killed a juggernaut
376440 | Zig:3    | Killed a juggernaut
376440 | Zig:3    | Killed a juggernaut
376526 | Zig:4    | Entered Level 4 of a ziggurat
376617 | Zig:5    | Entered Level 5 of a ziggurat
376617 | Zig:5    | Noticed an ancient lich
376617 | Zig:5    | Noticed an ancient lich
376617 | Zig:5    | Noticed an ancient lich
376617 | Zig:5    | Noticed an ancient lich
376617 | Zig:5    | Noticed an ancient lich
376617 | Zig:5    | Noticed an ancient lich
376617 | Zig:5    | Noticed an ancient lich
376617 | Zig:5    | Noticed an ancient lich
376617 | Zig:5    | Noticed an ancient lich
376617 | Zig:5    | Noticed an ancient lich
376617 | Zig:5    | Noticed an ancient lich
376617 | Zig:5    | Noticed an ancient lich
376618 | Zig:5    | Killed an ancient lich
376618 | Zig:5    | Killed an ancient lich
376618 | Zig:5    | Killed an ancient lich
376618 | Zig:5    | Killed an ancient lich
376618 | Zig:5    | Killed an ancient lich
376618 | Zig:5    | Killed an ancient lich
376618 | Zig:5    | Killed an ancient lich
376618 | Zig:5    | Killed an ancient lich
376619 | Zig:5    | Noticed an ancient lich
376620 | Zig:5    | Killed an ancient lich
376621 | Zig:5    | Noticed an ancient lich
376622 | Zig:5    | Noticed an ancient lich
376622 | Zig:5    | Noticed an ancient lich
376622 | Zig:5    | Killed an ancient lich
376622 | Zig:5    | Killed an ancient lich
376623 | Zig:5    | Noticed an ancient lich
376623 | Zig:5    | Noticed an ancient lich
376623 | Zig:5    | Noticed an ancient lich
376623 | Zig:5    | Noticed an ancient lich
376624 | Zig:5    | Noticed an ancient lich
376624 | Zig:5    | Noticed an ancient lich
376624 | Zig:5    | Noticed an ancient lich
376624 | Zig:5    | Killed an ancient lich
376624 | Zig:5    | Killed an ancient lich
376625 | Zig:5    | Noticed an ancient lich
376628 | Zig:5    | Killed an ancient lich
376628 | Zig:5    | Killed an ancient lich
376628 | Zig:5    | Killed an ancient lich
376628 | Zig:5    | Killed an ancient lich
376628 | Zig:5    | Killed an ancient lich
376628 | Zig:5    | Killed an ancient lich
376628 | Zig:5    | Killed an ancient lich
376628 | Zig:5    | Killed an ancient lich
376628 | Zig:5    | Killed an ancient lich
376628 | Zig:5    | Killed an ancient lich
376628 | Zig:5    | Killed an ancient lich
376707 | Zig:6    | Entered Level 6 of a ziggurat
376707 | Zig:6    | Noticed a greater mummy
376707 | Zig:6    | Noticed a greater mummy
376707 | Zig:6    | Noticed a greater mummy
376707 | Zig:6    | Noticed a greater mummy
376709 | Zig:6    | Noticed a greater mummy
376711 | Zig:6    | Killed a greater mummy
376711 | Zig:6    | Killed a greater mummy
376712 | Zig:6    | Noticed a greater mummy
376712 | Zig:6    | Killed a greater mummy
376712 | Zig:6    | Killed a greater mummy
376712 | Zig:6    | Killed a greater mummy
376713 | Zig:6    | Killed a greater mummy
376715 | Zig:6    | Noticed a greater mummy
376720 | Zig:6    | Killed a greater mummy
376775 | Zig:7    | Entered Level 7 of a ziggurat
376814 | Zig:7    | Got a sparkling pewter ring
376816 | Zig:7    | Identified the ring of Sedgh {+Fly rC+ Slay+2 Stlth+} (You found it on level 7 of a ziggurat)
376826 | Zig:7    | Got a pitted tin ring
376827 | Zig:7    | Identified the ring "Fiaj" {rC+ MP+9 Str-3 Dex+7} (You found it on level 7 of a ziggurat)
376895 | Zig:8    | Entered Level 8 of a ziggurat
377109 | Zig:9    | Entered Level 9 of a ziggurat
377158 | Zig:9    | Got a pitted iron ring
377160 | Zig:9    | Identified the ring "Tiariurr" {+Fly rC- Str+6 Int+8 Dex-4} (You found it on level 9 of a ziggurat)
377231 | Zig:10   | Entered Level 10 of a ziggurat
377263 | Zig:10   | Lost mutation: You have an increased reservoir of magic. (+10% MP) [a cacodemon]
377279 | Zig:10   | Noticed Foef the pandemonium lord
377289 | Zig:10   | Killed Foef the pandemonium lord
377408 | Zig:11   | Entered Level 11 of a ziggurat
377408 | Zig:11   | Noticed an ancient lich
377408 | Zig:11   | Noticed an ancient lich
377408 | Zig:11   | Noticed an ancient lich
377408 | Zig:11   | Noticed an ancient lich
377408 | Zig:11   | Noticed an ancient lich
377408 | Zig:11   | Noticed an ancient lich
377408 | Zig:11   | Noticed an ancient lich
377408 | Zig:11   | Noticed an ancient lich
377408 | Zig:11   | Noticed an ancient lich
377408 | Zig:11   | Noticed an ancient lich
377408 | Zig:11   | Noticed an ancient lich
377408 | Zig:11   | Noticed an ancient lich
377408 | Zig:11   | Noticed an ancient lich
377408 | Zig:11   | Noticed an ancient lich
377408 | Zig:11   | Noticed an ancient lich
377408 | Zig:11   | Noticed an ancient lich
377409 | Zig:11   | Killed an ancient lich
377409 | Zig:11   | Killed an ancient lich
377409 | Zig:11   | Killed an ancient lich
377409 | Zig:11   | Killed an ancient lich
377410 | Zig:11   | Noticed an ancient lich
377410 | Zig:11   | Killed an ancient lich
377410 | Zig:11   | Killed an ancient lich
377410 | Zig:11   | Killed an ancient lich
377410 | Zig:11   | Killed an ancient lich
377410 | Zig:11   | Killed an ancient lich
377410 | Zig:11   | Killed an ancient lich
377410 | Zig:11   | Killed an ancient lich
377410 | Zig:11   | Killed an ancient lich
377410 | Zig:11   | Killed an ancient lich
377410 | Zig:11   | Killed an ancient lich
377410 | Zig:11   | Killed an ancient lich
377410 | Zig:11   | Killed an ancient lich
377411 | Zig:11   | Noticed an ancient lich
377411 | Zig:11   | Noticed an ancient lich
377412 | Zig:11   | Noticed an ancient lich
377412 | Zig:11   | Noticed an ancient lich
377412 | Zig:11   | Noticed an ancient lich
377414 | Zig:11   | Noticed an ancient lich
377414 | Zig:11   | Noticed an ancient lich
377414 | Zig:11   | Noticed an ancient lich
377414 | Zig:11   | Noticed an ancient lich
377414 | Zig:11   | Killed an ancient lich
377415 | Zig:11   | Noticed an ancient lich
377415 | Zig:11   | Noticed an ancient lich
377415 | Zig:11   | Noticed an ancient lich
377415 | Zig:11   | Noticed an ancient lich
377416 | Zig:11   | Noticed an ancient lich
377416 | Zig:11   | Noticed an ancient lich
377416 | Zig:11   | Noticed an ancient lich
377416 | Zig:11   | Killed an ancient lich
377416 | Zig:11   | Killed an ancient lich
377416 | Zig:11   | Killed an ancient lich
377417 | Zig:11   | Noticed an ancient lich
377417 | Zig:11   | Noticed an ancient lich
377417 | Zig:11   | Noticed an ancient lich
377417 | Zig:11   | Noticed an ancient lich
377417 | Zig:11   | Noticed an ancient lich
377418 | Zig:11   | Noticed an ancient lich
377418 | Zig:11   | Noticed an ancient lich
377418 | Zig:11   | Noticed an ancient lich
377419 | Zig:11   | Noticed an ancient lich
377419 | Zig:11   | Noticed an ancient lich
377419 | Zig:11   | Noticed an ancient lich
377420 | Zig:11   | Killed an ancient lich
377420 | Zig:11   | Killed an ancient lich
377420 | Zig:11   | Killed an ancient lich
377420 | Zig:11   | Killed an ancient lich
377420 | Zig:11   | Killed an ancient lich
377420 | Zig:11   | Killed an ancient lich
377420 | Zig:11   | Killed an ancient lich
377420 | Zig:11   | Killed an ancient lich
377420 | Zig:11   | Killed an ancient lich
377420 | Zig:11   | Killed an ancient lich
377420 | Zig:11   | Killed an ancient lich
377420 | Zig:11   | Killed an ancient lich
377420 | Zig:11   | Killed an ancient lich
377421 | Zig:11   | Noticed an ancient lich
377421 | Zig:11   | Noticed an ancient lich
377421 | Zig:11   | Killed an ancient lich
377421 | Zig:11   | Killed an ancient lich
377421 | Zig:11   | Killed an ancient lich
377421 | Zig:11   | Killed an ancient lich
377421 | Zig:11   | Killed an ancient lich
377421 | Zig:11   | Killed an ancient lich
377421 | Zig:11   | Killed an ancient lich
377421 | Zig:11   | Killed an ancient lich
377421 | Zig:11   | Killed an ancient lich
377421 | Zig:11   | Killed an ancient lich
377422 | Zig:11   | Noticed an ancient lich
377422 | Zig:11   | Noticed an ancient lich
377422 | Zig:11   | Noticed an ancient lich
377423 | Zig:11   | Noticed an ancient lich
377423 | Zig:11   | Noticed an ancient lich
377424 | Zig:11   | Killed an ancient lich
377424 | Zig:11   | Paralysed by a floating eye for 4 turns
377425 | Zig:11   | Noticed an ancient lich
377425 | Zig:11   | Killed an ancient lich
377425 | Zig:11   | Killed an ancient lich
377426 | Zig:11   | Noticed an ancient lich
377426 | Zig:11   | Killed an ancient lich
377427 | Zig:11   | Noticed an ancient lich
377427 | Zig:11   | Noticed an ancient lich
377427 | Zig:11   | Killed an ancient lich
377427 | Zig:11   | Killed an ancient lich
377427 | Zig:11   | Killed an ancient lich
377427 | Zig:11   | Killed an ancient lich
377428 | Zig:11   | Noticed an ancient lich
377428 | Zig:11   | Killed an ancient lich
377429 | Zig:11   | Noticed an ancient lich
377429 | Zig:11   | Noticed an ancient lich
377429 | Zig:11   | Noticed an ancient lich
377430 | Zig:11   | Noticed an ancient lich
377430 | Zig:11   | Noticed an ancient lich
377433 | Zig:11   | Killed an ancient lich
377433 | Zig:11   | Killed an ancient lich
377433 | Zig:11   | Killed an ancient lich
377433 | Zig:11   | Killed an ancient lich
377433 | Zig:11   | Killed an ancient lich
377434 | Zig:11   | Killed an ancient lich
377434 | Zig:11   | Killed an ancient lich
377434 | Zig:11   | Killed an ancient lich
377434 | Zig:11   | Killed an ancient lich
377461 | Zig:11   | Got a flickering copper ring
377462 | Zig:11   | Identified the ring of Latav {rC+ Dex+4 Stlth-} (You found it on level 11 of a ziggurat)
377486 | Zig:11   | Got a warped wooden ring
377487 | Zig:11   | Identified the ring of the Heron {rC+ Stlth+} (You found it on level 11 of a ziggurat)
377579 | Zig:12   | Entered Level 12 of a ziggurat
377635 | Zig:12   | Got a coiled iron ring
377765 | Zig:12   | Identified Hiucu's Handbook of Creation and Battle Magic
377771 | Zig:12   | Identified the +2 pair of boots "Watid" {rPois} (You found it on level 12 of a ziggurat)
377773 | Zig:12   | Identified the ring of Propriety {+Blink MR- AC+3 Str+4} (You found it on level 12 of a ziggurat)
377845 | Zig:13   | Entered Level 13 of a ziggurat
377957 | Zig:13   | Got a flickering brass ring
377959 | Zig:13   | Identified the ring of Law {rF+ SInv} (You found it on level 13 of a ziggurat)
377977 | Zig:13   | Got a twitching bronze ring
377978 | Zig:13   | Identified the ring "Uxtakk" {MP+9 Int+3} (You found it on level 13 of a ziggurat)
378112 | Zig:14   | Entered Level 14 of a ziggurat
378112 | Zig:14   | Noticed an ancient lich
378112 | Zig:14   | Noticed an ancient lich
378112 | Zig:14   | Noticed an ancient lich
378112 | Zig:14   | Noticed an ancient lich
378112 | Zig:14   | Noticed an ancient lich
378112 | Zig:14   | Noticed an ancient lich
378112 | Zig:14   | Noticed an ancient lich
378112 | Zig:14   | Noticed an ancient lich
378112 | Zig:14   | Noticed an ancient lich
378112 | Zig:14   | Noticed an ancient lich
378113 | Zig:14   | Killed an ancient lich
378113 | Zig:14   | Killed an ancient lich
378113 | Zig:14   | Killed an ancient lich
378113 | Zig:14   | Killed an ancient lich
378113 | Zig:14   | Killed an ancient lich
378114 | Zig:14   | Noticed an ancient lich
378114 | Zig:14   | Noticed an ancient lich
378114 | Zig:14   | Killed an ancient lich
378114 | Zig:14   | Killed an ancient lich
378114 | Zig:14   | Killed an ancient lich
378114 | Zig:14   | Killed an ancient lich
378114 | Zig:14   | Killed an ancient lich
378114 | Zig:14   | Killed an ancient lich
378118 | Zig:14   | Noticed an ancient lich
378119 | Zig:14   | Noticed an ancient lich
378119 | Zig:14   | Killed an ancient lich
378120 | Zig:14   | Noticed an ancient lich
378120 | Zig:14   | Noticed an ancient lich
378120 | Zig:14   | Noticed an ancient lich
378121 | Zig:14   | Noticed an ancient lich
378121 | Zig:14   | Noticed an ancient lich
378122 | Zig:14   | Noticed an ancient lich
378123 | Zig:14   | Noticed an ancient lich
378123 | Zig:14   | Noticed an ancient lich
378123 | Zig:14   | Noticed an ancient lich
378123 | Zig:14   | Killed an ancient lich
378123 | Zig:14   | Killed an ancient lich
378123 | Zig:14   | Killed an ancient lich
378123 | Zig:14   | Killed an ancient lich
378123 | Zig:14   | Killed an ancient lich
378124 | Zig:14   | Killed an ancient lich
378124 | Zig:14   | Killed an ancient lich
378124 | Zig:14   | Killed an ancient lich
378124 | Zig:14   | Killed an ancient lich
378124 | Zig:14   | Killed an ancient lich
378125 | Zig:14   | Noticed an ancient lich
378125 | Zig:14   | Noticed an ancient lich
378126 | Zig:14   | Noticed an ancient lich
378126 | Zig:14   | Noticed an ancient lich
378128 | Zig:14   | Noticed an ancient lich
378129 | Zig:14   | Noticed an ancient lich
378129 | Zig:14   | Noticed an ancient lich
378129 | Zig:14   | Killed an ancient lich
378129 | Zig:14   | Killed an ancient lich
378129 | Zig:14   | Noticed an ancient lich
378130 | Zig:14   | Noticed an ancient lich
378130 | Zig:14   | Noticed an ancient lich
378130 | Zig:14   | Noticed an ancient lich
378130 | Zig:14   | Killed an ancient lich
378130 | Zig:14   | Killed an ancient lich
378131 | Zig:14   | Noticed an ancient lich
378131 | Zig:14   | Noticed an ancient lich
378131 | Zig:14   | Noticed an ancient lich
378131 | Zig:14   | Noticed an ancient lich
378131 | Zig:14   | Noticed an ancient lich
378131 | Zig:14   | Noticed an ancient lich
378132 | Zig:14   | Noticed an ancient lich
378133 | Zig:14   | Killed an ancient lich
378133 | Zig:14   | Killed an ancient lich
378133 | Zig:14   | Killed an ancient lich
378133 | Zig:14   | Killed an ancient lich
378133 | Zig:14   | Killed an ancient lich
378133 | Zig:14   | Killed an ancient lich
378133 | Zig:14   | Killed an ancient lich
378133 | Zig:14   | Killed an ancient lich
378133 | Zig:14   | Killed an ancient lich
378134 | Zig:14   | Noticed an ancient lich
378134 | Zig:14   | Noticed an ancient lich
378134 | Zig:14   | Killed an ancient lich
378135 | Zig:14   | Noticed an ancient lich
378135 | Zig:14   | Killed an ancient lich
378136 | Zig:14   | Noticed an ancient lich
378136 | Zig:14   | Noticed an ancient lich
378136 | Zig:14   | Noticed an ancient lich
378136 | Zig:14   | Noticed an ancient lich
378136 | Zig:14   | Killed an ancient lich
378136 | Zig:14   | Killed an ancient lich
378136 | Zig:14   | Killed an ancient lich
378136 | Zig:14   | Killed an ancient lich
378137 | Zig:14   | Noticed an ancient lich
378137 | Zig:14   | Noticed an ancient lich
378138 | Zig:14   | Noticed an ancient lich
378138 | Zig:14   | Killed an ancient lich
378138 | Zig:14   | Killed an ancient lich
378138 | Zig:14   | Killed an ancient lich
378139 | Zig:14   | Noticed an ancient lich
378139 | Zig:14   | Noticed an ancient lich
378139 | Zig:14   | Killed an ancient lich
378139 | Zig:14   | Killed an ancient lich
378139 | Zig:14   | Killed an ancient lich
378139 | Zig:14   | Killed an ancient lich
378141 | Zig:14   | Noticed an ancient lich
378142 | Zig:14   | Noticed an ancient lich
378142 | Zig:14   | Killed an ancient lich
378142 | Zig:14   | Killed an ancient lich
378142 | Zig:14   | Killed an ancient lich
378142 | Zig:14   | Killed an ancient lich
378142 | Zig:14   | Killed an ancient lich
378142 | Zig:14   | Killed an ancient lich
378142 | Zig:14   | Killed an ancient lich
378165 | Zig:14   | Got a transparent turquoise ring
378167 | Zig:14   | Identified the ring "Sedan" {rC+ Str+3} (You found it on level 14 of a ziggurat)
378175 | Zig:14   | Got a faintly glowing pewter ring
378176 | Zig:14   | Identified the ring of the Fool {rC++ Dex-5 Slay+2} (You found it on level 14 of a ziggurat)
378308 | Zig:15   | Entered Level 15 of a ziggurat
378402 | Zig:15   | Got a bound crystal amulet
378403 | Zig:15   | Identified the amulet "Niehesm" {RegenMP Dex+3} (You found it on level 15 of a ziggurat)
378645 | Zig:15   | Identified Goetzog's Collected Works on Curses
378687 | Zig:16   | Entered Level 16 of a ziggurat
378776 | Zig:16   | Got a pitted brass ring
378777 | Zig:16   | Identified the ring of Mistrust {rPois rF+ rC- Str+6} (You found it on level 16 of a ziggurat)
378930 | Zig:17   | Entered Level 17 of a ziggurat
379196 | Zig:18   | Entered Level 18 of a ziggurat
379196 | Zig:18   | Noticed an ancient lich
379196 | Zig:18   | Noticed an ancient lich
379196 | Zig:18   | Noticed an ancient lich
379196 | Zig:18   | Noticed an ancient lich
379196 | Zig:18   | Noticed an ancient lich
379196 | Zig:18   | Noticed an ancient lich
379196 | Zig:18   | Noticed an ancient lich
379196 | Zig:18   | Noticed an ancient lich
379196 | Zig:18   | Noticed an ancient lich
379196 | Zig:18   | Noticed an ancient lich
379196 | Zig:18   | Noticed an ancient lich
379196 | Zig:18   | Noticed an ancient lich
379196 | Zig:18   | Noticed an ancient lich
379196 | Zig:18   | Noticed an ancient lich
379196 | Zig:18   | Noticed an ancient lich
379196 | Zig:18   | Noticed an ancient lich
379196 | Zig:18   | Noticed an ancient lich
379196 | Zig:18   | Noticed an ancient lich
379196 | Zig:18   | Noticed an ancient lich
379197 | Zig:18   | Killed an ancient lich
379197 | Zig:18   | Killed an ancient lich
379197 | Zig:18   | Killed an ancient lich
379197 | Zig:18   | Killed an ancient lich
379198 | Zig:18   | Noticed an ancient lich
379198 | Zig:18   | Noticed an ancient lich
379198 | Zig:18   | Noticed an ancient lich
379198 | Zig:18   | Noticed an ancient lich
379198 | Zig:18   | Noticed an ancient lich
379198 | Zig:18   | Killed an ancient lich
379198 | Zig:18   | Killed an ancient lich
379198 | Zig:18   | Killed an ancient lich
379198 | Zig:18   | Killed an ancient lich
379198 | Zig:18   | Killed an ancient lich
379198 | Zig:18   | Killed an ancient lich
379198 | Zig:18   | Killed an ancient lich
379198 | Zig:18   | Killed an ancient lich
379198 | Zig:18   | Killed an ancient lich
379198 | Zig:18   | Killed an ancient lich
379198 | Zig:18   | Killed an ancient lich
379198 | Zig:18   | Killed an ancient lich
379198 | Zig:18   | Killed an ancient lich
379198 | Zig:18   | Killed an ancient lich
379198 | Zig:18   | Killed an ancient lich
379198 | Zig:18   | Killed an ancient lich
379198 | Zig:18   | Killed an ancient lich
379199 | Zig:18   | Noticed an ancient lich
379199 | Zig:18   | Noticed an ancient lich
379199 | Zig:18   | Noticed an ancient lich
379199 | Zig:18   | Noticed an ancient lich
379199 | Zig:18   | Noticed an ancient lich
379200 | Zig:18   | Noticed an ancient lich
379200 | Zig:18   | Noticed an ancient lich
379200 | Zig:18   | Noticed an ancient lich
379200 | Zig:18   | Killed an ancient lich
379201 | Zig:18   | Killed an ancient lich
379201 | Zig:18   | Killed an ancient lich
379202 | Zig:18   | Noticed an ancient lich
379202 | Zig:18   | Noticed an ancient lich
379203 | Zig:18   | Noticed an ancient lich
379203 | Zig:18   | Noticed an ancient lich
379203 | Zig:18   | Noticed an ancient lich
379203 | Zig:18   | Noticed an ancient lich
379203 | Zig:18   | Noticed an ancient lich
379203 | Zig:18   | Killed an ancient lich
379203 | Zig:18   | Killed an ancient lich
379203 | Zig:18   | Killed an ancient lich
379204 | Zig:18   | Noticed an ancient lich
379204 | Zig:18   | Noticed an ancient lich
379204 | Zig:18   | Noticed an ancient lich
379204 | Zig:18   | Noticed an ancient lich
379204 | Zig:18   | Noticed an ancient lich
379204 | Zig:18   | Killed an ancient lich
379204 | Zig:18   | Killed an ancient lich
379204 | Zig:18   | Killed an ancient lich
379205 | Zig:18   | Noticed an ancient lich
379205 | Zig:18   | Noticed an ancient lich
379205 | Zig:18   | Noticed an ancient lich
379205 | Zig:18   | Noticed an ancient lich
379205 | Zig:18   | Killed an ancient lich
379205 | Zig:18   | Killed an ancient lich
379205 | Zig:18   | Killed an ancient lich
379205 | Zig:18   | Killed an ancient lich
379205 | Zig:18   | Killed an ancient lich
379205 | Zig:18   | Killed an ancient lich
379205 | Zig:18   | Killed an ancient lich
379206 | Zig:18   | Noticed an ancient lich
379206 | Zig:18   | Noticed an ancient lich
379206 | Zig:18   | Noticed an ancient lich
379206 | Zig:18   | Noticed an ancient lich
379206 | Zig:18   | Noticed an ancient lich
379207 | Zig:18   | Noticed an ancient lich
379207 | Zig:18   | Noticed an ancient lich
379207 | Zig:18   | Noticed an ancient lich
379208 | Zig:18   | Noticed an ancient lich
379208 | Zig:18   | Noticed an ancient lich
379208 | Zig:18   | Killed an ancient lich
379208 | Zig:18   | Killed an ancient lich
379208 | Zig:18   | Killed an ancient lich
379208 | Zig:18   | Killed an ancient lich
379208 | Zig:18   | Killed an ancient lich
379208 | Zig:18   | Killed an ancient lich
379208 | Zig:18   | Killed an ancient lich
379208 | Zig:18   | Killed an ancient lich
379208 | Zig:18   | Killed an ancient lich
379208 | Zig:18   | Killed an ancient lich
379208 | Zig:18   | Killed an ancient lich
379208 | Zig:18   | Killed an ancient lich
379208 | Zig:18   | Killed an ancient lich
379208 | Zig:18   | Killed an ancient lich
379208 | Zig:18   | Killed an ancient lich
379208 | Zig:18   | Killed an ancient lich
379209 | Zig:18   | Noticed an ancient lich
379209 | Zig:18   | Noticed an ancient lich
379209 | Zig:18   | Noticed an ancient lich
379209 | Zig:18   | Noticed an ancient lich
379209 | Zig:18   | Noticed an ancient lich
379210 | Zig:18   | Noticed an ancient lich
379210 | Zig:18   | Noticed an ancient lich
379210 | Zig:18   | Noticed an ancient lich
379210 | Zig:18   | Noticed an ancient lich
379210 | Zig:18   | Noticed an ancient lich
379210 | Zig:18   | Killed an ancient lich
379211 | Zig:18   | Killed an ancient lich
379212 | Zig:18   | Noticed an ancient lich
379212 | Zig:18   | Noticed an ancient lich
379212 | Zig:18   | Noticed an ancient lich
379212 | Zig:18   | Killed an ancient lich
379212 | Zig:18   | Killed an ancient lich
379212 | Zig:18   | Killed an ancient lich
379213 | Zig:18   | Noticed an ancient lich
379213 | Zig:18   | Killed an ancient lich
379213 | Zig:18   | Killed an ancient lich
379213 | Zig:18   | Killed an ancient lich
379213 | Zig:18   | Killed an ancient lich
379213 | Zig:18   | Killed an ancient lich
379213 | Zig:18   | Killed an ancient lich
379213 | Zig:18   | Killed an ancient lich
379214 | Zig:18   | Noticed an ancient lich
379214 | Zig:18   | Noticed an ancient lich
379214 | Zig:18   | Killed an ancient lich
379214 | Zig:18   | Killed an ancient lich
379214 | Zig:18   | Killed an ancient lich
379215 | Zig:18   | Noticed an ancient lich
379215 | Zig:18   | Noticed an ancient lich
379215 | Zig:18   | Noticed an ancient lich
379215 | Zig:18   | Noticed an ancient lich
379215 | Zig:18   | Noticed an ancient lich
379215 | Zig:18   | Killed an ancient lich
379215 | Zig:18   | Killed an ancient lich
379215 | Zig:18   | Killed an ancient lich
379215 | Zig:18   | Killed an ancient lich
379216 | Zig:18   | Noticed an ancient lich
379216 | Zig:18   | Noticed an ancient lich
379216 | Zig:18   | Noticed an ancient lich
379216 | Zig:18   | Noticed an ancient lich
379216 | Zig:18   | Noticed an ancient lich
379216 | Zig:18   | Noticed an ancient lich
379216 | Zig:18   | Noticed an ancient lich
379216 | Zig:18   | Noticed an ancient lich
379216 | Zig:18   | Noticed an ancient lich
379216 | Zig:18   | Noticed an ancient lich
379217 | Zig:18   | Noticed an ancient lich
379217 | Zig:18   | Noticed an ancient lich
379217 | Zig:18   | Noticed an ancient lich
379217 | Zig:18   | Killed an ancient lich
379217 | Zig:18   | Killed an ancient lich
379217 | Zig:18   | Killed an ancient lich
379217 | Zig:18   | Killed an ancient lich
379217 | Zig:18   | Killed an ancient lich
379217 | Zig:18   | Killed an ancient lich
379217 | Zig:18   | Killed an ancient lich
379217 | Zig:18   | Killed an ancient lich
379217 | Zig:18   | Killed an ancient lich
379217 | Zig:18   | Killed an ancient lich
379217 | Zig:18   | Killed an ancient lich
379217 | Zig:18   | Killed an ancient lich
379217 | Zig:18   | Killed an ancient lich
379217 | Zig:18   | Killed an ancient lich
379218 | Zig:18   | Noticed an ancient lich
379218 | Zig:18   | Noticed an ancient lich
379218 | Zig:18   | Noticed an ancient lich
379219 | Zig:18   | Noticed an ancient lich
379219 | Zig:18   | Noticed an ancient lich
379219 | Zig:18   | Noticed an ancient lich
379219 | Zig:18   | Noticed an ancient lich
379219 | Zig:18   | Noticed an ancient lich
379219 | Zig:18   | Noticed an ancient lich
379220 | Zig:18   | Noticed an ancient lich
379220 | Zig:18   | Killed an ancient lich
379221 | Zig:18   | Noticed an ancient lich
379221 | Zig:18   | Noticed an ancient lich
379221 | Zig:18   | Killed an ancient lich
379221 | Zig:18   | Killed an ancient lich
379221 | Zig:18   | Killed an ancient lich
379221 | Zig:18   | Killed an ancient lich
379222 | Zig:18   | Noticed an ancient lich
379222 | Zig:18   | Killed an ancient lich
379223 | Zig:18   | Noticed an ancient lich
379223 | Zig:18   | Noticed an ancient lich
379223 | Zig:18   | Noticed an ancient lich
379223 | Zig:18   | Noticed an ancient lich
379223 | Zig:18   | Noticed an ancient lich
379223 | Zig:18   | Noticed an ancient lich
379223 | Zig:18   | Killed an ancient lich
379224 | Zig:18   | Noticed an ancient lich
379224 | Zig:18   | Noticed an ancient lich
379224 | Zig:18   | Noticed an ancient lich
379224 | Zig:18   | Noticed an ancient lich
379224 | Zig:18   | Noticed an ancient lich
379224 | Zig:18   | Noticed an ancient lich
379224 | Zig:18   | Noticed an ancient lich
379224 | Zig:18   | Killed an ancient lich
379224 | Zig:18   | Killed an ancient lich
379224 | Zig:18   | Killed an ancient lich
379224 | Zig:18   | Killed an ancient lich
379224 | Zig:18   | Killed an ancient lich
379224 | Zig:18   | Killed an ancient lich
379224 | Zig:18   | Killed an ancient lich
379225 | Zig:18   | Noticed an ancient lich
379225 | Zig:18   | Noticed an ancient lich
379225 | Zig:18   | Noticed an ancient lich
379225 | Zig:18   | Noticed an ancient lich
379225 | Zig:18   | Killed an ancient lich
379225 | Zig:18   | Killed an ancient lich
379225 | Zig:18   | Killed an ancient lich
379225 | Zig:18   | Killed an ancient lich
379225 | Zig:18   | Killed an ancient lich
379225 | Zig:18   | Killed an ancient lich
379225 | Zig:18   | Killed an ancient lich
379225 | Zig:18   | Killed an ancient lich
379226 | Zig:18   | Noticed an ancient lich
379226 | Zig:18   | Noticed an ancient lich
379226 | Zig:18   | Noticed an ancient lich
379228 | Zig:18   | Noticed an ancient lich
379231 | Zig:18   | Killed an ancient lich
379231 | Zig:18   | Killed an ancient lich
379231 | Zig:18   | Killed an ancient lich
379231 | Zig:18   | Killed an ancient lich
379231 | Zig:18   | Killed an ancient lich
379231 | Zig:18   | Killed an ancient lich
379231 | Zig:18   | Killed an ancient lich
379231 | Zig:18   | Killed an ancient lich
379231 | Zig:18   | Killed an ancient lich
379231 | Zig:18   | Killed an ancient lich
379231 | Zig:18   | Killed an ancient lich
379231 | Zig:18   | Noticed an ancient lich
379232 | Zig:18   | Killed an ancient lich
379232 | Zig:18   | Killed an ancient lich
379232 | Zig:18   | Killed an ancient lich
379232 | Zig:18   | Killed an ancient lich
379232 | Zig:18   | Killed an ancient lich
379232 | Zig:18   | Killed an ancient lich
379232 | Zig:18   | Killed an ancient lich
379236 | Zig:18   | Killed an ancient lich
379285 | Zig:18   | Got a shimmering jade ring
379287 | Zig:18   | Identified the ring "Gyh Koat" {EV+3 Str+4} (You found it on level 18 of a ziggurat)
379445 | Zig:19   | Entered Level 19 of a ziggurat
379535 | Zig:19   | Got an ancient steel ring
379537 | Zig:19   | Identified the ring "Meiqap" {Slay+3 Stlth+} (You found it on level 19 of a ziggurat)
379541 | Zig:19   | Got an ancient lead ring
379542 | Zig:19   | Identified the ring "Jautufog" {AC+3 Int+2 Dex+3 Stlth-} (You found it on level 19 of a ziggurat)
379630 | Zig:19   | Identified the Disquisition on the Igneous Frostbite
379647 | Zig:20   | Entered Level 20 of a ziggurat
379844 | Zig:20   | Noticed Logeg the pandemonium lord
379850 | Zig:20   | Killed Logeg the pandemonium lord
379877 | Zig:20   | Identified the +1 pair of gloves "Ajavvaunk" {rElec Int+2} (You found it on level 20 of a ziggurat)
379908 | Zig:20   | Got a heavily runed marble ring
379911 | Zig:20   | Identified the ring "Teggoud" {Ice rElec rN++ Slay-3 SInv Stlth-} (You found it on level 20 of a ziggurat)
379916 | Zig:20   | Identified the Catalogue of the Compass and Weightlessness
379928 | Zig:20   | Got a brightly glowing iron ring
379929 | Zig:20   | Identified the cursed ring "Quxkiud" {+Blink rC- rN+ Dex-2} (You found it on level 20 of a ziggurat)
380074 | Zig:20   | Identified Sif Muna's Incunabulum of Gliding Stones
380085 | Zig:21   | Entered Level 21 of a ziggurat
380161 | Zig:21   | Got a sparkling zirconium amulet
380162 | Zig:21   | Identified the amulet "Yfaheeg" {Spirit MR+} (You found it on level 21 of a ziggurat)
380165 | Zig:21   | Got a transparent pewter ring
380166 | Zig:21   | Identified the ring "Abbow" {rElec Int+10 Dex-3 SInv Stlth-} (You found it on level 21 of a ziggurat)
380256 | Zig:21   | Identified the cursed +0 cloak of Noon {rC+ Str+3 Dex-5} (You found it on level 21 of a ziggurat)
380283 | Zig:21   | Got a faintly glowing bone ring
380285 | Zig:21   | Identified the ring "Goijeosm" {Wiz rC- MR+++ Int+2 Stlth+} (You found it on level 21 of a ziggurat)
380465 | Zig:21   | Identified the Collected Works on Hurtful Boosts
380481 | Zig:22   | Entered Level 22 of a ziggurat
380957 | Zig:22   | Identified the Collected Works on the Virous Voyage
381299 | Zig:23   | Entered Level 23 of a ziggurat
381299 | Zig:23   | Noticed Uporhof the pandemonium lord
381299 | Zig:23   | Noticed Cesur the pandemonium lord
381299 | Zig:23   | Noticed Caefioh the pandemonium lord
381299 | Zig:23   | Noticed Uczaklic the pandemonium lord
381299 | Zig:23   | Noticed Vakastra the pandemonium lord
381299 | Zig:23   | Noticed Xudwio the pandemonium lord
381299 | Zig:23   | Noticed Saofol the pandemonium lord
381299 | Zig:23   | Noticed Hacsou the pandemonium lord
381299 | Zig:23   | Noticed Hoetadgh the pandemonium lord
381299 | Zig:23   | Noticed Miafaob the pandemonium lord
381299 | Zig:23   | Noticed Kar Rirgh the pandemonium lord
381299 | Zig:23   | Noticed Zoffiesoiga the pandemonium lord
381299 | Zig:23   | Noticed Hoinnew the pandemonium lord
381299 | Zig:23   | Noticed Gyol the pandemonium lord
381299 | Zig:23   | Noticed Qemat the pandemonium lord
381299 | Zig:23   | Noticed Vihast the pandemonium lord
381299 | Zig:23   | Noticed Loxziz the pandemonium lord
381299 | Zig:23   | Noticed Jiqea the pandemonium lord
381299 | Zig:23   | Noticed Kavih the pandemonium lord
381299 | Zig:23   | Noticed Aqohiseb the pandemonium lord
381299 | Zig:23   | Noticed Wobby the pandemonium lord
381299 | Zig:23   | Noticed Niaph the pandemonium lord
381299 | Zig:23   | Noticed Pedemegg the pandemonium lord
381299 | Zig:23   | Noticed Wamel the pandemonium lord
381299 | Zig:23   | Noticed Omadel the pandemonium lord
381299 | Zig:23   | Noticed Zaurubant the pandemonium lord
381299 | Zig:23   | Noticed Iseph the pandemonium lord
381299 | Zig:23   | Noticed Piusirph the pandemonium lord
381299 | Zig:23   | Noticed Widoth the pandemonium lord
381299 | Zig:23   | Noticed Remal the pandemonium lord
381299 | Zig:23   | Noticed Dyukheen the pandemonium lord
381299 | Zig:23   | Noticed Rifufaly the pandemonium lord
381299 | Zig:23   | Noticed Utiennut the pandemonium lord
381299 | Zig:23   | Noticed Ikkocuiw the pandemonium lord
381299 | Zig:23   | Noticed Arhaem the pandemonium lord
381299 | Zig:23   | Noticed Ciotrib the pandemonium lord
381299 | Zig:23   | Noticed Kuhiofod the pandemonium lord
381299 | Zig:23   | Noticed Xiops the pandemonium lord
381299 | Zig:23   | Noticed Ceddikag the pandemonium lord
381301 | Zig:23   | Noticed Veube the pandemonium lord
381301 | Zig:23   | Noticed Urphomur the pandemonium lord
381301 | Zig:23   | Noticed Imoav the pandemonium lord
381301 | Zig:23   | Noticed Vyvuxtui the pandemonium lord
381301 | Zig:23   | Noticed Editoiz the pandemonium lord
381301 | Zig:23   | Noticed Kaneasee the pandemonium lord
381303 | Zig:23   | Noticed Athewe the pandemonium lord
381303 | Zig:23   | Noticed Xupsid the pandemonium lord
381303 | Zig:23   | Killed Aqohiseb the pandemonium lord
381303 | Zig:23   | Killed Piusirph the pandemonium lord
381304 | Zig:23   | Noticed Uriex the pandemonium lord
381304 | Zig:23   | Killed Rifufaly the pandemonium lord
381304 | Zig:23   | Killed Vihast the pandemonium lord
381304 | Zig:23   | Killed Wamel the pandemonium lord
381304 | Zig:23   | Killed Arhaem the pandemonium lord
381305 | Zig:23   | Noticed Xeni the pandemonium lord
381305 | Zig:23   | Killed Zaurubant the pandemonium lord
381305 | Zig:23   | Killed Dyukheen the pandemonium lord
381305 | Zig:23   | Killed Urphomur the pandemonium lord
381306 | Zig:23   | Noticed Qodwukly the pandemonium lord
381306 | Zig:23   | Noticed Bana the pandemonium lord
381306 | Zig:23   | Noticed Xemoewup the pandemonium lord
381306 | Zig:23   | Noticed Vegele the pandemonium lord
381306 | Zig:23   | Killed Utiennut the pandemonium lord
381308 | Zig:23   | Noticed Nuociymp the pandemonium lord
381308 | Zig:23   | Noticed Efydecox the pandemonium lord
381310 | Zig:23   | Killed Hoinnew the pandemonium lord
381310 | Zig:23   | Killed Kaneasee the pandemonium lord
381310 | Zig:23   | Killed Editoiz the pandemonium lord
381310 | Zig:23   | Killed Uriex the pandemonium lord
381311 | Zig:23   | Noticed Vylukkou the pandemonium lord
381311 | Zig:23   | Noticed Jacsaasi the pandemonium lord
381312 | Zig:23   | Noticed Liawus the pandemonium lord
381312 | Zig:23   | Noticed Ojemakorr the pandemonium lord
381313 | Zig:23   | Killed Qodwukly the pandemonium lord
381315 | Zig:23   | Noticed Aggommar the pandemonium lord
381316 | Zig:23   | Noticed Qepaoceu the pandemonium lord
381316 | Zig:23   | Killed Xiops the pandemonium lord
381316 | Zig:23   | Killed Ciotrib the pandemonium lord
381316 | Zig:23   | Killed Ojemakorr the pandemonium lord
381317 | Zig:23   | Killed Iseph the pandemonium lord
381320 | Zig:23   | Noticed Roniz the pandemonium lord
381323 | Zig:23   | Killed Nuociymp the pandemonium lord
381323 | Zig:23   | Killed Saofol the pandemonium lord
381323 | Zig:23   | Killed Remal the pandemonium lord
381324 | Zig:23   | Noticed Neriud the pandemonium lord
381324 | Zig:23   | Noticed Kirohupt the pandemonium lord
381324 | Zig:23   | Killed Kuhiofod the pandemonium lord
381324 | Zig:23   | Killed Athewe the pandemonium lord
381324 | Zig:23   | Killed Ikkocuiw the pandemonium lord
381324 | Zig:23   | Killed Imoav the pandemonium lord
381324 | Zig:23   | Killed Hoetadgh the pandemonium lord
381324 | Zig:23   | Killed Vyvuxtui the pandemonium lord
381324 | Zig:23   | Killed Omadel the pandemonium lord
381324 | Zig:23   | Killed Widoth the pandemonium lord
381324 | Zig:23   | Killed Vegele the pandemonium lord
381324 | Zig:23   | Killed Vakastra the pandemonium lord
381324 | Zig:23   | Killed Ceddikag the pandemonium lord
381325 | Zig:23   | Killed Xeni the pandemonium lord
381326 | Zig:23   | Noticed Qihic the pandemonium lord
381326 | Zig:23   | Noticed Pegukh the pandemonium lord
381326 | Zig:23   | Noticed Uraireigh the pandemonium lord
381326 | Zig:23   | Killed Vylukkou the pandemonium lord
381326 | Zig:23   | Killed Niaph the pandemonium lord
381326 | Zig:23   | Killed Pegukh the pandemonium lord
381326 | Zig:23   | Killed Kirohupt the pandemonium lord
381326 | Zig:23   | Killed Bana the pandemonium lord
381327 | Zig:23   | Noticed Covoulaj the pandemonium lord
381328 | Zig:23   | Noticed Uvuengev the pandemonium lord
381328 | Zig:23   | Noticed Riechom the pandemonium lord
381328 | Zig:23   | Killed Pedemegg the pandemonium lord
381328 | Zig:23   | Killed Riechom the pandemonium lord
381328 | Zig:23   | Killed Gyol the pandemonium lord
381328 | Zig:23   | Killed Aggommar the pandemonium lord
381328 | Zig:23   | Killed Kavih the pandemonium lord
381328 | Zig:23   | Killed Qepaoceu the pandemonium lord
381328 | Zig:23   | Killed Uczaklic the pandemonium lord
381328 | Zig:23   | Killed Efydecox the pandemonium lord
381331 | Zig:23   | Noticed Owneliav the pandemonium lord
381332 | Zig:23   | Noticed Jucvauro the pandemonium lord
381332 | Zig:23   | Killed Kar Rirgh the pandemonium lord
381332 | Zig:23   | Killed Covoulaj the pandemonium lord
381333 | Zig:23   | Noticed Niat the pandemonium lord
381333 | Zig:23   | Noticed Hoesoxty the pandemonium lord
381333 | Zig:23   | Noticed Ipsam the pandemonium lord
381334 | Zig:23   | Noticed Poxilaoc the pandemonium lord
381335 | Zig:23   | Noticed Beuklun the pandemonium lord
381335 | Zig:23   | Killed Jacsaasi the pandemonium lord
381335 | Zig:23   | Killed Xudwio the pandemonium lord
381335 | Zig:23   | Killed Edinnoan the pandemonium lord
381336 | Zig:23   | Noticed Besiesei the pandemonium lord
381337 | Zig:23   | Killed Beuklun the pandemonium lord
381338 | Zig:23   | Noticed Ketiod the pandemonium lord
381338 | Zig:23   | Killed Neriud the pandemonium lord
381338 | Zig:23   | Killed Ipsam the pandemonium lord
381338 | Zig:23   | Killed Jucvauro the pandemonium lord
381339 | Zig:23   | Noticed Buosatud the pandemonium lord
381341 | Zig:23   | Noticed Rotzoac the pandemonium lord
381341 | Zig:23   | Noticed Zumin the pandemonium lord
381341 | Zig:23   | Noticed Yngae the pandemonium lord
381341 | Zig:23   | Killed Qihic the pandemonium lord
381342 | Zig:23   | Noticed Nomeuram the pandemonium lord
381343 | Zig:23   | Noticed Vuoset the pandemonium lord
381343 | Zig:23   | Noticed Dezietul the pandemonium lord
381343 | Zig:23   | Noticed Demol the pandemonium lord
381343 | Zig:23   | Noticed Byviretz the pandemonium lord
381343 | Zig:23   | Noticed Nem Pajo the pandemonium lord
381343 | Zig:23   | Killed Zoffiesoiga the pandemonium lord
381343 | Zig:23   | Killed Veube the pandemonium lord
381343 | Zig:23   | Killed Hoesoxty the pandemonium lord
381343 | Zig:23   | Killed Niat the pandemonium lord
381343 | Zig:23   | Killed Uraireigh the pandemonium lord
381343 | Zig:23   | Killed Miafaob the pandemonium lord
381343 | Zig:23   | Killed Poxilaoc the pandemonium lord
381343 | Zig:23   | Killed Nomeuram the pandemonium lord
381343 | Zig:23   | Killed Uwnyduek the pandemonium lord
381343 | Zig:23   | Killed Cesur the pandemonium lord
381343 | Zig:23   | Killed Hacsou the pandemonium lord
381343 | Zig:23   | Killed Wobby the pandemonium lord
381344 | Zig:23   | Killed Byviretz the pandemonium lord
381344 | Zig:23   | Killed Rotzoac the pandemonium lord
381344 | Zig:23   | Killed Ketiod the pandemonium lord
381344 | Zig:23   | Killed Dezietul the pandemonium lord
381344 | Zig:23   | Killed Vuoset the pandemonium lord
381345 | Zig:23   | Noticed Gentoll the pandemonium lord
381345 | Zig:23   | Noticed Rul Waon the pandemonium lord
381345 | Zig:23   | Killed Roniz the pandemonium lord
381346 | Zig:23   | Noticed Wyokhuxi the pandemonium lord
381346 | Zig:23   | Noticed Ynneuczuose the pandemonium lord
381347 | Zig:23   | Killed Besiesei the pandemonium lord
381347 | Zig:23   | Killed Jiqea the pandemonium lord
381347 | Zig:23   | Killed Uvuengev the pandemonium lord
381347 | Zig:23   | Killed Liawus the pandemonium lord
381348 | Zig:23   | Noticed Hizxoodgh the pandemonium lord
381348 | Zig:23   | Noticed Ciussoed the pandemonium lord
381348 | Zig:23   | Noticed Niefoit the pandemonium lord
381348 | Zig:23   | Noticed Keghi the pandemonium lord
381348 | Zig:23   | Noticed Dius Jionk the pandemonium lord
381348 | Zig:23   | Noticed Gisywaus the pandemonium lord
381349 | Zig:23   | Noticed Xelap the pandemonium lord
381349 | Zig:23   | Noticed Wahol the pandemonium lord
381350 | Zig:23   | Noticed Bahitr Uraur the pandemonium lord
381350 | Zig:23   | Killed Owneliav the pandemonium lord
381350 | Zig:23   | Killed Gentoll the pandemonium lord
381350 | Zig:23   | Killed Ynneuczuose the pandemonium lord
381350 | Zig:23   | Killed Loxziz the pandemonium lord
381350 | Zig:23   | Killed Gisywaus the pandemonium lord
381350 | Zig:23   | Killed Zumin the pandemonium lord
381351 | Zig:23   | Noticed Hojios the pandemonium lord
381351 | Zig:23   | Noticed Lunac the pandemonium lord
381352 | Zig:23   | Noticed Moforr the pandemonium lord
381353 | Zig:23   | Noticed Zuysoadgh the pandemonium lord
381353 | Zig:23   | Noticed Zyibe the pandemonium lord
381353 | Zig:23   | Killed Moforr the pandemonium lord
381353 | Zig:23   | Killed Wyokhuxi the pandemonium lord
381353 | Zig:23   | Killed Xemoewup the pandemonium lord
381353 | Zig:23   | Killed Caefioh the pandemonium lord
381354 | Zig:23   | Noticed Macel the pandemonium lord
381354 | Zig:23   | Killed Zyibe the pandemonium lord
381354 | Zig:23   | Killed Zuysoadgh the pandemonium lord
381355 | Zig:23   | Noticed Qabov the pandemonium lord
381355 | Zig:23   | Noticed Goyret the pandemonium lord
381355 | Zig:23   | Noticed Yfou the pandemonium lord
381356 | Zig:23   | Killed Qemat the pandemonium lord
381356 | Zig:23   | Killed Hojios the pandemonium lord
381356 | Zig:23   | Killed Zuvan the pandemonium lord
381356 | Zig:23   | Killed Xupsid the pandemonium lord
381357 | Zig:23   | Noticed Gizoul the pandemonium lord
381357 | Zig:23   | Noticed Vuirid the pandemonium lord
381358 | Zig:23   | Killed Wahol the pandemonium lord
381358 | Zig:23   | Killed Demol the pandemonium lord
381358 | Zig:23   | Killed Dius Jionk the pandemonium lord
381358 | Zig:23   | Killed Yngae the pandemonium lord
381358 | Zig:23   | Killed Lunac the pandemonium lord
381358 | Zig:23   | Killed Ciussoed the pandemonium lord
381358 | Zig:23   | Killed Uporhof the pandemonium lord
381359 | Zig:23   | Noticed Vijehunn the pandemonium lord
381360 | Zig:23   | Noticed Haol the pandemonium lord
381360 | Zig:23   | Noticed Koit the pandemonium lord
381361 | Zig:23   | Noticed Baithror the pandemonium lord
381361 | Zig:23   | Noticed Xoanomid the pandemonium lord
381362 | Zig:23   | Noticed Xyilasou the pandemonium lord
381363 | Zig:23   | Noticed Enukhlinu the pandemonium lord
381363 | Zig:23   | Killed Keghi the pandemonium lord
381364 | Zig:23   | Noticed Avom the pandemonium lord
381364 | Zig:23   | Noticed Moogun the pandemonium lord
381364 | Zig:23   | Killed Buosatud the pandemonium lord
381365 | Zig:23   | Noticed Zuyvuawk the pandemonium lord
381365 | Zig:23   | Noticed Rogirph the pandemonium lord
381365 | Zig:23   | Killed Hizxoodgh the pandemonium lord
381365 | Zig:23   | Killed Yfou the pandemonium lord
381365 | Zig:23   | Killed Haol the pandemonium lord
381365 | Zig:23   | Killed Macel the pandemonium lord
381366 | Zig:23   | Noticed Keatz the pandemonium lord
381366 | Zig:23   | Noticed Unnid the pandemonium lord
381366 | Zig:23   | Killed Goyret the pandemonium lord
381366 | Zig:23   | Killed Qabov the pandemonium lord
381366 | Zig:23   | Killed Vuirid the pandemonium lord
381366 | Zig:23   | Killed Xelap the pandemonium lord
381366 | Zig:23   | Killed Nem Pajo the pandemonium lord
381366 | Zig:23   | Killed Enukhlinu the pandemonium lord
381367 | Zig:23   | Noticed Denoib the pandemonium lord
381367 | Zig:23   | Killed Moogun the pandemonium lord
381367 | Zig:23   | Killed Keatz the pandemonium lord
381367 | Zig:23   | Killed Zuyvuawk the pandemonium lord
381367 | Zig:23   | Killed Rul Waon the pandemonium lord
381367 | Zig:23   | Killed Niefoit the pandemonium lord
381367 | Zig:23   | Killed Gizoul the pandemonium lord
381367 | Zig:23   | Killed Xoanomid the pandemonium lord
381367 | Zig:23   | Killed Uduojirph the pandemonium lord
381367 | Zig:23   | Killed Unnid the pandemonium lord
381368 | Zig:23   | Noticed Pieherru the pandemonium lord
381368 | Zig:23   | Noticed Uhis the pandemonium lord
381368 | Zig:23   | Noticed Raaba the pandemonium lord
381368 | Zig:23   | Killed Baithror the pandemonium lord
381369 | Zig:23   | Noticed Ypsaxkyq the pandemonium lord
381369 | Zig:23   | Noticed Goimmul the pandemonium lord
381369 | Zig:23   | Noticed Taserch the pandemonium lord
381371 | Zig:23   | Noticed Sedups the pandemonium lord
381371 | Zig:23   | Killed Vijehunn the pandemonium lord
381372 | Zig:23   | Noticed Raung the pandemonium lord
381372 | Zig:23   | Noticed Yliahem the pandemonium lord
381372 | Zig:23   | Killed Rogirph the pandemonium lord
381373 | Zig:23   | Noticed Patoru Sefae the pandemonium lord
381373 | Zig:23   | Killed Denoib the pandemonium lord
381374 | Zig:23   | Noticed Jagikuf the pandemonium lord
381374 | Zig:23   | Noticed Metyi the pandemonium lord
381375 | Zig:23   | Noticed Ridoewuq the pandemonium lord
381375 | Zig:23   | Noticed Aziuno the pandemonium lord
381376 | Zig:23   | Noticed Uzucafuq the pandemonium lord
381377 | Zig:23   | Killed Koit the pandemonium lord
381377 | Zig:23   | Killed Raaba the pandemonium lord
381378 | Zig:23   | Killed Taserch the pandemonium lord
381379 | Zig:23   | Noticed Ahabrinn the pandemonium lord
381380 | Zig:23   | Noticed Teretul the pandemonium lord
381380 | Zig:23   | Noticed Qoshre the pandemonium lord
381381 | Zig:23   | Noticed Gaxkyrr the pandemonium lord
381381 | Zig:23   | Noticed Ilorentu the pandemonium lord
381381 | Zig:23   | Killed Avom the pandemonium lord
381381 | Zig:23   | Killed Xyilasou the pandemonium lord
381384 | Zig:23   | Killed Qoshre the pandemonium lord
381387 | Zig:23   | Noticed Plog the pandemonium lord
381388 | Zig:23   | Noticed Zavvam the pandemonium lord
381388 | Zig:23   | Noticed Teogimm the pandemonium lord
381388 | Zig:23   | Noticed Erishran the pandemonium lord
381389 | Zig:23   | Noticed Veskis the pandemonium lord
381389 | Zig:23   | Killed Aziuno the pandemonium lord
381389 | Zig:23   | Killed Pieherru the pandemonium lord
381389 | Zig:23   | Killed Goimmul the pandemonium lord
381390 | Zig:23   | Noticed Uqegroi the pandemonium lord
381391 | Zig:23   | Noticed Zoesuv the pandemonium lord
381392 | Zig:23   | Noticed Nelute Rygh the pandemonium lord
381392 | Zig:23   | Noticed Riujet the pandemonium lord
381392 | Zig:23   | Noticed Otroefia the pandemonium lord
381393 | Zig:23   | Noticed Pogrytwu the pandemonium lord
381394 | Zig:23   | Noticed Jusabus the pandemonium lord
381394 | Zig:23   | Killed Teogimm the pandemonium lord
381394 | Zig:23   | Killed Ridoewuq the pandemonium lord
381394 | Zig:23   | Killed Ahabrinn the pandemonium lord
381394 | Zig:23   | Killed Uhis the pandemonium lord
381394 | Zig:23   | Killed Sedups the pandemonium lord
381394 | Zig:23   | Killed Koruzy the pandemonium lord
381394 | Zig:23   | Killed Jaoggys the pandemonium lord
381397 | Zig:23   | Noticed Oshim the pandemonium lord
381397 | Zig:23   | Noticed Xutyo the pandemonium lord
381397 | Zig:23   | Killed Metyi the pandemonium lord
381397 | Zig:23   | Killed Patoru Sefae the pandemonium lord
381397 | Zig:23   | Killed Jagikuf the pandemonium lord
381397 | Zig:23   | Killed Raung the pandemonium lord
381397 | Zig:23   | Killed Uqegroi the pandemonium lord
381397 | Zig:23   | Killed Witacoz the pandemonium lord
381398 | Zig:23   | Noticed Hanefu the pandemonium lord
381398 | Zig:23   | Killed Jusabus the pandemonium lord
381398 | Zig:23   | Killed Zoesuv the pandemonium lord
381399 | Zig:23   | Noticed Luaj the pandemonium lord
381399 | Zig:23   | Killed Pogrytwu the pandemonium lord
381399 | Zig:23   | Killed Erishran the pandemonium lord
381399 | Zig:23   | Killed Oshim the pandemonium lord
381400 | Zig:23   | Noticed Cext the pandemonium lord
381400 | Zig:23   | Noticed Liykk the pandemonium lord
381400 | Zig:23   | Killed Ilorentu the pandemonium lord
381400 | Zig:23   | Killed Zavvam the pandemonium lord
381400 | Zig:23   | Killed Zuetu the pandemonium lord
381400 | Zig:23   | Killed Luaj the pandemonium lord
381400 | Zig:23   | Killed Uzucafuq the pandemonium lord
381400 | Zig:23   | Killed Otroefia the pandemonium lord
381401 | Zig:23   | Noticed Xuirph the pandemonium lord
381402 | Zig:23   | Noticed Fowuki the pandemonium lord
381402 | Zig:23   | Killed Riujet the pandemonium lord
381402 | Zig:23   | Killed Hanefu the pandemonium lord
381402 | Zig:23   | Killed Plog the pandemonium lord
381402 | Zig:23   | Killed Xutyo the pandemonium lord
381402 | Zig:23   | Killed Teretul the pandemonium lord
381404 | Zig:23   | Noticed Puujyaf the pandemonium lord
381405 | Zig:23   | Noticed Ottez the pandemonium lord
381405 | Zig:23   | Killed Ypsaxkyq the pandemonium lord
381405 | Zig:23   | Killed Fowuki the pandemonium lord
381406 | Zig:23   | Noticed Ywnid the pandemonium lord
381406 | Zig:23   | Noticed Qety the pandemonium lord
381407 | Zig:23   | Noticed Soepn the pandemonium lord
381407 | Zig:23   | Noticed Meraiv the pandemonium lord
381407 | Zig:23   | Noticed Nypaoffa the pandemonium lord
381407 | Zig:23   | Killed Liykk the pandemonium lord
381407 | Zig:23   | Killed Meraiv the pandemonium lord
381407 | Zig:23   | Killed Qety the pandemonium lord
381407 | Zig:23   | Killed Ekhlemel the pandemonium lord
381408 | Zig:23   | Noticed Huppia the pandemonium lord
381408 | Zig:23   | Killed Soepn the pandemonium lord
381408 | Zig:23   | Killed Yliahem the pandemonium lord
381409 | Zig:23   | Noticed Zorymap the pandemonium lord
381409 | Zig:23   | Noticed Waugax the pandemonium lord
381409 | Zig:23   | Killed Nypaoffa the pandemonium lord
381410 | Zig:23   | Noticed Igoateme the pandemonium lord
381410 | Zig:23   | Noticed Caerej the pandemonium lord
381410 | Zig:23   | Noticed Atonad the pandemonium lord
381410 | Zig:23   | Killed Ywnid the pandemonium lord
381410 | Zig:23   | Killed Veskis the pandemonium lord
381410 | Zig:23   | Killed Ofapn the pandemonium lord
381410 | Zig:23   | Killed Ikhler the pandemonium lord
381411 | Zig:23   | Noticed Vacless the pandemonium lord
381411 | Zig:23   | Noticed Guomeuth the pandemonium lord
381412 | Zig:23   | Noticed Bemottivagh the pandemonium lord
381413 | Zig:23   | Killed Caerej the pandemonium lord
381413 | Zig:23   | Killed Ottez the pandemonium lord
381413 | Zig:23   | Killed Bemottivagh the pandemonium lord
381413 | Zig:23   | Killed Vacless the pandemonium lord
381413 | Zig:23   | Killed Waugax the pandemonium lord
381413 | Zig:23   | Killed Xuirph the pandemonium lord
381414 | Zig:23   | Noticed Ciluan the pandemonium lord
381414 | Zig:23   | Noticed Kodoaff the pandemonium lord
381414 | Zig:23   | Noticed Woleg the pandemonium lord
381415 | Zig:23   | Noticed Onteunel the pandemonium lord
381416 | Zig:23   | Killed Atonad the pandemonium lord
381417 | Zig:23   | Noticed Yngaifed the pandemonium lord
381417 | Zig:23   | Banished Bojounwe the pandemonium lord
381418 | Zig:23   | Noticed Dukeef the pandemonium lord
381418 | Zig:23   | Noticed Vekli the pandemonium lord
381418 | Zig:23   | Killed Guomeuth the pandemonium lord
381418 | Zig:23   | Killed Dukeef the pandemonium lord
381419 | Zig:23   | Noticed Qecini the pandemonium lord
381419 | Zig:23   | Noticed Hulolirao the pandemonium lord
381419 | Zig:23   | Noticed Boagg the pandemonium lord
381419 | Zig:23   | Noticed Hoihugyk the pandemonium lord
381420 | Zig:23   | Killed Vekli the pandemonium lord
381420 | Zig:23   | Killed Nelute Rygh the pandemonium lord
381420 | Zig:23   | Killed Ciluan the pandemonium lord
381420 | Zig:23   | Killed Onteunel the pandemonium lord
381421 | Zig:23   | Noticed Hueh Gidd the pandemonium lord
381422 | Zig:23   | Noticed Qafaav the pandemonium lord
381422 | Zig:23   | Noticed Nelouriu the pandemonium lord
381422 | Zig:23   | Killed Cext the pandemonium lord
381422 | Zig:23   | Killed Huppia the pandemonium lord
381422 | Zig:23   | Killed Hulolirao the pandemonium lord
381422 | Zig:23   | Killed Igoateme the pandemonium lord
381422 | Zig:23   | Killed Puujyaf the pandemonium lord
381422 | Zig:23   | Killed Yngaifed the pandemonium lord
381423 | Zig:23   | Noticed Xunk the pandemonium lord
381423 | Zig:23   | Noticed Sureuhe the pandemonium lord
381423 | Zig:23   | Noticed Leloipih the pandemonium lord
381423 | Zig:23   | Noticed Motsakov the pandemonium lord
381424 | Zig:23   | Noticed Zadd the pandemonium lord
381425 | Zig:23   | Noticed Wajanke the pandemonium lord
381426 | Zig:23   | Noticed Moer the pandemonium lord
381426 | Zig:23   | Killed Qecini the pandemonium lord
381426 | Zig:23   | Killed Moer the pandemonium lord
381426 | Zig:23   | Killed Woleg the pandemonium lord
381426 | Zig:23   | Killed Qafaav the pandemonium lord
381427 | Zig:23   | Noticed Dekhla Gicann the pandemonium lord
381427 | Zig:23   | Killed Leloipih the pandemonium lord
381428 | Zig:23   | Noticed Vaxzin the pandemonium lord
381428 | Zig:23   | Noticed Reos Noth the pandemonium lord
381429 | Zig:23   | Noticed Viciyngystre the pandemonium lord
381429 | Zig:23   | Noticed Akiprin the pandemonium lord
381429 | Zig:23   | Killed Akiprin the pandemonium lord
381429 | Zig:23   | Killed Boagg the pandemonium lord
381429 | Zig:23   | Killed Motsakov the pandemonium lord
381429 | Zig:23   | Killed Zadd the pandemonium lord
381430 | Zig:23   | Noticed Kurav the pandemonium lord
381430 | Zig:23   | Noticed Monea the pandemonium lord
381430 | Zig:23   | Noticed Yxzur the pandemonium lord
381430 | Zig:23   | Killed Viciyngystre the pandemonium lord
381430 | Zig:23   | Killed Hoihugyk the pandemonium lord
381430 | Zig:23   | Killed Nelouriu the pandemonium lord
381431 | Zig:23   | Noticed Gubustof the pandemonium lord
381431 | Zig:23   | Noticed Zeinisum the pandemonium lord
381432 | Zig:23   | Noticed Huiph the pandemonium lord
381432 | Zig:23   | Noticed Qadiss the pandemonium lord
381433 | Zig:23   | Noticed Ycimm the pandemonium lord
381433 | Zig:23   | Noticed Nirgh the pandemonium lord
381437 | Zig:23   | Killed Dekhla Gicann the pandemonium lord
381439 | Zig:23   | Noticed Jokysoll the pandemonium lord
381439 | Zig:23   | Noticed Hupui the pandemonium lord
381441 | Zig:23   | Noticed Temem the pandemonium lord
381441 | Zig:23   | Killed Gubustof the pandemonium lord
381444 | Zig:23   | Noticed Becsar the pandemonium lord
381444 | Zig:23   | Killed Nirgh the pandemonium lord
381446 | Zig:23   | Noticed Pycw the pandemonium lord
381446 | Zig:23   | Noticed Tuifesch the pandemonium lord
381448 | Zig:23   | Noticed Idwufef the pandemonium lord
381448 | Zig:23   | Killed Hueh Gidd the pandemonium lord
381448 | Zig:23   | Killed Gaxkyrr the pandemonium lord
381448 | Zig:23   | Killed Kodoaff the pandemonium lord
381448 | Zig:23   | Killed Temem the pandemonium lord
381448 | Zig:23   | Killed Bahitr Uraur the pandemonium lord
381449 | Zig:23   | Killed Jokysoll the pandemonium lord
381449 | Zig:23   | Killed Tuifesch the pandemonium lord
381449 | Zig:23   | Killed Xunk the pandemonium lord
381450 | Zig:23   | Noticed Qiynt the pandemonium lord
381452 | Zig:23   | Killed Sureuhe the pandemonium lord
381452 | Zig:23   | Killed Zorymap the pandemonium lord
381453 | Zig:23   | Killed Huiph the pandemonium lord
381453 | Zig:23   | Killed Reos Noth the pandemonium lord
381453 | Zig:23   | Killed Pycw the pandemonium lord
381453 | Zig:23   | Killed Hupui the pandemonium lord
381453 | Zig:23   | Killed Qadiss the pandemonium lord
381453 | Zig:23   | Killed Wajanke the pandemonium lord
381453 | Zig:23   | Killed Becsar the pandemonium lord
381454 | Zig:23   | Noticed Kidoh the pandemonium lord
381454 | Zig:23   | Noticed Luennia the pandemonium lord
381454 | Zig:23   | Noticed Nood the pandemonium lord
381456 | Zig:23   | Noticed Pokhav the pandemonium lord
381456 | Zig:23   | Killed Vaxzin the pandemonium lord
381458 | Zig:23   | Killed Qiynt the pandemonium lord
381459 | Zig:23   | Noticed Plog the pandemonium lord
381459 | Zig:23   | Killed Zeinisum the pandemonium lord
381460 | Zig:23   | Noticed Ygezeirr the pandemonium lord
381460 | Zig:23   | Noticed Nocloxt the pandemonium lord
381462 | Zig:23   | Killed Luennia the pandemonium lord
381464 | Zig:23   | Noticed Nigedgh the pandemonium lord
381465 | Zig:23   | Noticed Ewaxkup the pandemonium lord
381465 | Zig:23   | Killed Kurav the pandemonium lord
381467 | Zig:23   | Noticed Jups the pandemonium lord
381467 | Zig:23   | Noticed Aficapnei the pandemonium lord
381467 | Zig:23   | Killed Idwufef the pandemonium lord
381469 | Zig:23   | Noticed Cyrer the pandemonium lord
381470 | Zig:23   | Noticed Tawakat the pandemonium lord
381473 | Zig:23   | Noticed Gaoruac the pandemonium lord
381473 | Zig:23   | Killed Ycimm the pandemonium lord
381473 | Zig:23   | Killed Nood the pandemonium lord
381475 | Zig:23   | Noticed Hovvu the pandemonium lord
381475 | Zig:23   | Noticed Ajef the pandemonium lord
381476 | Zig:23   | Killed Aficapnei the pandemonium lord
381477 | Zig:23   | Noticed Pamage the pandemonium lord
381477 | Zig:23   | Noticed Dyin the pandemonium lord
381478 | Zig:23   | Killed Monea the pandemonium lord
381479 | Zig:23   | Noticed Lutob the pandemonium lord
381479 | Zig:23   | Killed Ewaxkup the pandemonium lord
381480 | Zig:23   | Killed Dyin the pandemonium lord
381480 | Zig:23   | Killed Nigedgh the pandemonium lord
381480 | Zig:23   | Killed Nocloxt the pandemonium lord
381480 | Zig:23   | Killed Pamage the pandemonium lord
381481 | Zig:23   | Noticed Ecalur the pandemonium lord
381481 | Zig:23   | Noticed Femufu the pandemonium lord
381481 | Zig:23   | Killed Plog the pandemonium lord
381481 | Zig:23   | Killed Yxzur the pandemonium lord
381481 | Zig:23   | Killed Ygezeirr the pandemonium lord
381481 | Zig:23   | Killed Jups the pandemonium lord
381482 | Zig:23   | Noticed Xehuysofoq the pandemonium lord
381482 | Zig:23   | Noticed Korihubu the pandemonium lord
381482 | Zig:23   | Noticed Syadap the pandemonium lord
381483 | Zig:23   | Noticed Oxzuco the pandemonium lord
381483 | Zig:23   | Noticed Zayqum the pandemonium lord
381484 | Zig:23   | Noticed Heuwyle the pandemonium lord
381484 | Zig:23   | Killed Femufu the pandemonium lord
381484 | Zig:23   | Killed Ajef the pandemonium lord
381484 | Zig:23   | Killed Ecalur the pandemonium lord
381485 | Zig:23   | Killed Korihubu the pandemonium lord
381485 | Zig:23   | Killed Gaoruac the pandemonium lord
381485 | Zig:23   | Killed Oxzuco the pandemonium lord
381487 | Zig:23   | Noticed Giogen the pandemonium lord
381487 | Zig:23   | Noticed Tinaepn the pandemonium lord
381487 | Zig:23   | Noticed Yseb the pandemonium lord
381488 | Zig:23   | Noticed Qafrael the pandemonium lord
381488 | Zig:23   | Noticed Xorrisenn the pandemonium lord
381489 | Zig:23   | Noticed Hosouck the pandemonium lord
381489 | Zig:23   | Killed Zayqum the pandemonium lord
381491 | Zig:23   | Noticed Nyxtogid the pandemonium lord
381493 | Zig:23   | Noticed Hevemil the pandemonium lord
381493 | Zig:23   | Noticed Weckenux the pandemonium lord
381495 | Zig:23   | Noticed Iraf Goa the pandemonium lord
381495 | Zig:23   | Killed Tinaepn the pandemonium lord
381496 | Zig:23   | Killed Syadap the pandemonium lord
381496 | Zig:23   | Killed Heuwyle the pandemonium lord
381496 | Zig:23   | Killed Kidoh the pandemonium lord
381496 | Zig:23   | Killed Hovvu the pandemonium lord
381496 | Zig:23   | Killed Yseb the pandemonium lord
381496 | Zig:23   | Killed Nyxtogid the pandemonium lord
381497 | Zig:23   | Noticed Xiehugh the pandemonium lord
381497 | Zig:23   | Killed Qafrael the pandemonium lord
381497 | Zig:23   | Killed Hevemil the pandemonium lord
381497 | Zig:23   | Killed Iraf Goa the pandemonium lord
381498 | Zig:23   | Noticed Onynat the pandemonium lord
381499 | Zig:23   | Noticed Qeamn the pandemonium lord
381501 | Zig:23   | Noticed Xier the pandemonium lord
381501 | Zig:23   | Killed Giogen the pandemonium lord
381501 | Zig:23   | Killed Xiehugh the pandemonium lord
381501 | Zig:23   | Killed Piehojia the pandemonium lord
381502 | Zig:23   | Noticed Xaibb the pandemonium lord
381503 | Zig:23   | Noticed Dodugunk the pandemonium lord
381503 | Zig:23   | Noticed Saighi the pandemonium lord
381503 | Zig:23   | Noticed Pocvosa the pandemonium lord
381503 | Zig:23   | Killed Xier the pandemonium lord
381503 | Zig:23   | Killed Xorrisenn the pandemonium lord
381503 | Zig:23   | Killed Weckenux the pandemonium lord
381503 | Zig:23   | Killed Lutob the pandemonium lord
381503 | Zig:23   | Killed Tawakat the pandemonium lord
381503 | Zig:23   | Killed Onynat the pandemonium lord
381504 | Zig:23   | Noticed Huxajep the pandemonium lord
381504 | Zig:23   | Noticed Xunoh the pandemonium lord
381504 | Zig:23   | Killed Pokhav the pandemonium lord
381504 | Zig:23   | Killed Saighi the pandemonium lord
381505 | Zig:23   | Noticed Kurch the pandemonium lord
381505 | Zig:23   | Noticed Ybaithra the pandemonium lord
381505 | Zig:23   | Noticed Gogo the pandemonium lord
381505 | Zig:23   | Noticed Inonuk the pandemonium lord
381505 | Zig:23   | Killed Dodugunk the pandemonium lord
381506 | Zig:23   | Noticed Tidam the pandemonium lord
381506 | Zig:23   | Noticed Soumipnaah the pandemonium lord
381506 | Zig:23   | Noticed Loefilaj the pandemonium lord
381506 | Zig:23   | Killed Xunoh the pandemonium lord
381506 | Zig:23   | Killed Xaibb the pandemonium lord
381506 | Zig:23   | Killed Qeamn the pandemonium lord
381507 | Zig:23   | Noticed Kesopp the pandemonium lord
381507 | Zig:23   | Noticed Iruhyic the pandemonium lord
381507 | Zig:23   | Noticed Nyivvus the pandemonium lord
381507 | Zig:23   | Noticed Lareumma the pandemonium lord
381507 | Zig:23   | Noticed Viaghyj the pandemonium lord
381507 | Zig:23   | Killed Pocvosa the pandemonium lord
381508 | Zig:23   | Noticed Lus Xun the pandemonium lord
381508 | Zig:23   | Noticed Atobo the pandemonium lord
381508 | Zig:23   | Noticed Baem the pandemonium lord
381508 | Zig:23   | Killed Ybaithra the pandemonium lord
381509 | Zig:23   | Noticed Cepoplan the pandemonium lord
381509 | Zig:23   | Noticed Bups the pandemonium lord
381509 | Zig:23   | Noticed Daef the pandemonium lord
381510 | Zig:23   | Noticed Yteyrujo the pandemonium lord
381510 | Zig:23   | Killed Cyrer the pandemonium lord
381510 | Zig:23   | Killed Gogo the pandemonium lord
381510 | Zig:23   | Killed Inonuk the pandemonium lord
381511 | Zig:23   | Noticed Ukeshret the pandemonium lord
381511 | Zig:23   | Noticed Niasch the pandemonium lord
381511 | Zig:23   | Killed Cepoplan the pandemonium lord
381511 | Zig:23   | Killed Lareumma the pandemonium lord
381511 | Zig:23   | Killed Huxajep the pandemonium lord
381511 | Zig:23   | Killed Loefilaj the pandemonium lord
381513 | Zig:23   | Noticed Sujuf the pandemonium lord
381515 | Zig:23   | Noticed Jaapeuno the pandemonium lord
381516 | Zig:23   | Noticed Qiffukh the pandemonium lord
381516 | Zig:23   | Killed Bups the pandemonium lord
381516 | Zig:23   | Killed Atobo the pandemonium lord
381516 | Zig:23   | Killed Nyivvus the pandemonium lord
381516 | Zig:23   | Killed Viaghyj the pandemonium lord
381516 | Zig:23   | Killed Soumipnaah the pandemonium lord
381517 | Zig:23   | Noticed Qivag the pandemonium lord
381518 | Zig:23   | Noticed Jone the pandemonium lord
381519 | Zig:23   | Noticed Rarphiclu the pandemonium lord
381520 | Zig:23   | Noticed Icioqouw the pandemonium lord
381520 | Zig:23   | Noticed Kioru the pandemonium lord
381520 | Zig:23   | Noticed Joitsebb the pandemonium lord
381520 | Zig:23   | Noticed Cihurghu the pandemonium lord
381521 | Zig:23   | Killed Lus Xun the pandemonium lord
381521 | Zig:23   | Killed Hosouck the pandemonium lord
381522 | Zig:23   | Killed Niasch the pandemonium lord
381522 | Zig:23   | Killed Joitsebb the pandemonium lord
381522 | Zig:23   | Killed Iruhyic the pandemonium lord
381522 | Zig:23   | Killed Kurch the pandemonium lord
381522 | Zig:23   | Killed Qiffukh the pandemonium lord
381522 | Zig:23   | Killed Baem the pandemonium lord
381522 | Zig:23   | Killed Kesopp the pandemonium lord
381522 | Zig:23   | Killed Cihurghu the pandemonium lord
381522 | Zig:23   | Killed Ukeshret the pandemonium lord
381523 | Zig:23   | Noticed Datilep the pandemonium lord
381523 | Zig:23   | Noticed Tuxogiy the pandemonium lord
381523 | Zig:23   | Noticed Wona the pandemonium lord
381523 | Zig:23   | Noticed Geubb the pandemonium lord
381523 | Zig:23   | Killed Jone the pandemonium lord
381524 | Zig:23   | Noticed Ruem Nou the pandemonium lord
381524 | Zig:23   | Noticed Fuin the pandemonium lord
381524 | Zig:23   | Noticed Nesch the pandemonium lord
381524 | Zig:23   | Killed Icioqouw the pandemonium lord
381525 | Zig:23   | Noticed Amis the pandemonium lord
381528 | Zig:23   | Noticed Umaenaewk the pandemonium lord
381529 | Zig:23   | Killed Ruem Nou the pandemonium lord
381530 | Zig:23   | Noticed Varivy the pandemonium lord
381530 | Zig:23   | Killed Wona the pandemonium lord
381530 | Zig:23   | Killed Tidam the pandemonium lord
381530 | Zig:23   | Killed Daef the pandemonium lord
381530 | Zig:23   | Killed Xehuysofoq the pandemonium lord
381530 | Zig:23   | Killed Yteyrujo the pandemonium lord
381530 | Zig:23   | Killed Sujuf the pandemonium lord
381533 | Zig:23   | Noticed Deceonkobra the pandemonium lord
381534 | Zig:23   | Noticed Reupunib the pandemonium lord
381536 | Zig:23   | Noticed Kaism the pandemonium lord
381536 | Zig:23   | Noticed Viridugi the pandemonium lord
381537 | Zig:23   | Noticed Vynour the pandemonium lord
381539 | Zig:23   | Noticed Xinaydoepp the pandemonium lord
381539 | Zig:23   | Noticed Dirghereo the pandemonium lord
381539 | Zig:23   | Killed Nesch the pandemonium lord
381539 | Zig:23   | Killed Fuin the pandemonium lord
381540 | Zig:23   | Killed Geubb the pandemonium lord
381540 | Zig:23   | Killed Deceonkobra the pandemonium lord
381540 | Zig:23   | Killed Vynour the pandemonium lord
381540 | Zig:23   | Killed Xinaydoepp the pandemonium lord
381541 | Zig:23   | Noticed Arphusah the pandemonium lord
381541 | Zig:23   | Noticed Cirghamyr the pandemonium lord
381542 | Zig:23   | Noticed Ybrol the pandemonium lord
381542 | Zig:23   | Killed Cirghamyr the pandemonium lord
381542 | Zig:23   | Killed Viridugi the pandemonium lord
381543 | Zig:23   | Noticed Huogouf the pandemonium lord
381543 | Zig:23   | Noticed Riaveqew the pandemonium lord
381544 | Zig:23   | Killed Rarphiclu the pandemonium lord
381545 | Zig:23   | Killed Qivag the pandemonium lord
381545 | Zig:23   | Killed Varivy the pandemonium lord
381546 | Zig:23   | Noticed Soqereit the pandemonium lord
381546 | Zig:23   | Noticed Uthreaca the pandemonium lord
381546 | Zig:23   | Killed Umaenaewk the pandemonium lord
381546 | Zig:23   | Killed Ybrol the pandemonium lord
381546 | Zig:23   | Killed Reupunib the pandemonium lord
381546 | Zig:23   | Killed Jaapeuno the pandemonium lord
381546 | Zig:23   | Killed Tuxogiy the pandemonium lord
381546 | Zig:23   | Killed Dirghereo the pandemonium lord
381547 | Zig:23   | Noticed Ottupp the pandemonium lord
381547 | Zig:23   | Noticed Eheirchi the pandemonium lord
381547 | Zig:23   | Noticed Ynunaenk the pandemonium lord
381547 | Zig:23   | Killed Ynunaenk the pandemonium lord
381547 | Zig:23   | Killed Eheirchi the pandemonium lord
381547 | Zig:23   | Killed Oraal the pandemonium lord
381548 | Zig:23   | Noticed Axeely the pandemonium lord
381548 | Zig:23   | Killed Ofug Kerphi the pandemonium lord
381548 | Zig:23   | Killed Riaveqew the pandemonium lord
381548 | Zig:23   | Killed Arphusah the pandemonium lord
381549 | Zig:23   | Noticed Usick the pandemonium lord
381549 | Zig:23   | Noticed Worotrus the pandemonium lord
381550 | Zig:23   | Noticed Vousit the pandemonium lord
381550 | Zig:23   | Noticed Dat Zirgh the pandemonium lord
381551 | Zig:23   | Noticed Saunal the pandemonium lord
381551 | Zig:23   | Noticed Itaa the pandemonium lord
381552 | Zig:23   | Noticed Sehenn the pandemonium lord
381553 | Zig:23   | Killed Itaa the pandemonium lord
381554 | Zig:23   | Noticed Exkuuhix the pandemonium lord
381554 | Zig:23   | Killed Kioru the pandemonium lord
381554 | Zig:23   | Killed Sehenn the pandemonium lord
381554 | Zig:23   | Killed Amis the pandemonium lord
381554 | Zig:23   | Killed Saunal the pandemonium lord
381555 | Zig:23   | Noticed Laziti the pandemonium lord
381556 | Zig:23   | Killed Worotrus the pandemonium lord
381556 | Zig:23   | Killed Datilep the pandemonium lord
381556 | Zig:23   | Killed Huogouf the pandemonium lord
381556 | Zig:23   | Killed Ottupp the pandemonium lord
381556 | Zig:23   | Killed Locleg the pandemonium lord
381556 | Zig:23   | Killed Uthreaca the pandemonium lord
381557 | Zig:23   | Noticed Akedik the pandemonium lord
381559 | Zig:23   | Noticed Ehegikor the pandemonium lord
381559 | Zig:23   | Noticed Inuobyq the pandemonium lord
381561 | Zig:23   | Noticed Gutuet the pandemonium lord
381562 | Zig:23   | Noticed Laes Nuh the pandemonium lord
381562 | Zig:23   | Noticed Quown the pandemonium lord
381562 | Zig:23   | Killed Exkuuhix the pandemonium lord
381562 | Zig:23   | Killed Usick the pandemonium lord
381562 | Zig:23   | Killed Axeely the pandemonium lord
381562 | Zig:23   | Killed Ehegikor the pandemonium lord
381562 | Zig:23   | Killed Vousit the pandemonium lord
381564 | Zig:23   | Noticed Xemegh the pandemonium lord
381564 | Zig:23   | Noticed Ygiy the pandemonium lord
381565 | Zig:23   | Noticed Pias the pandemonium lord
381566 | Zig:23   | Noticed Tonum the pandemonium lord
381566 | Zig:23   | Noticed Fohoos the pandemonium lord
381566 | Zig:23   | Noticed Yry Koty the pandemonium lord
381567 | Zig:23   | Noticed Jiohus the pandemonium lord
381567 | Zig:23   | Killed Dat Zirgh the pandemonium lord
381567 | Zig:23   | Killed Soqereit the pandemonium lord
381569 | Zig:23   | Noticed Ticive Xoefy the pandemonium lord
381570 | Zig:23   | Killed Yry Koty the pandemonium lord
381570 | Zig:23   | Killed Pias the pandemonium lord
381570 | Zig:23   | Killed Fohoos the pandemonium lord
381571 | Zig:23   | Noticed Nontuboq the pandemonium lord
381571 | Zig:23   | Killed Laziti the pandemonium lord
381571 | Zig:23   | Killed Ygiy the pandemonium lord
381571 | Zig:23   | Killed Ticive Xoefy the pandemonium lord
381571 | Zig:23   | Killed Jiohus the pandemonium lord
381572 | Zig:23   | Killed Nontuboq the pandemonium lord
381573 | Zig:23   | Noticed Fokoer the pandemonium lord
381573 | Zig:23   | Noticed Othrol the pandemonium lord
381573 | Zig:23   | Noticed Ucoashio the pandemonium lord
381574 | Zig:23   | Noticed Atukh the pandemonium lord
381574 | Zig:23   | Noticed Feilom the pandemonium lord
381574 | Zig:23   | Noticed Qomnecw the pandemonium lord
381577 | Zig:23   | Noticed Timutolau the pandemonium lord
381578 | Zig:23   | Killed Inuobyq the pandemonium lord
381580 | Zig:23   | Killed Gutuet the pandemonium lord
381580 | Zig:23   | Killed Xemegh the pandemonium lord
381580 | Zig:23   | Killed Othrol the pandemonium lord
381581 | Zig:23   | Killed Qomnecw the pandemonium lord
381581 | Zig:23   | Killed Laes Nuh the pandemonium lord
381581 | Zig:23   | Killed Kaism the pandemonium lord
381581 | Zig:23   | Killed Quown the pandemonium lord
381582 | Zig:23   | Noticed Agusues the pandemonium lord
381583 | Zig:23   | Killed Akedik the pandemonium lord
381583 | Zig:23   | Killed Atukh the pandemonium lord
381584 | Zig:23   | Killed Timutolau the pandemonium lord
381585 | Zig:23   | Noticed Zezesautsi the pandemonium lord
381585 | Zig:23   | Noticed Seff the pandemonium lord
381586 | Zig:23   | Killed Ucoashio the pandemonium lord
381586 | Zig:23   | Killed Agusues the pandemonium lord
381587 | Zig:23   | Noticed Satrigra the pandemonium lord
381587 | Zig:23   | Killed Fokoer the pandemonium lord
381588 | Zig:23   | Noticed Ciph the pandemonium lord
381588 | Zig:23   | Killed Feilom the pandemonium lord
381588 | Zig:23   | Killed Zezesautsi the pandemonium lord
381588 | Zig:23   | Killed Satrigra the pandemonium lord
381590 | Zig:23   | Noticed Kaysana the pandemonium lord
381590 | Zig:23   | Noticed Puluusoc the pandemonium lord
381590 | Zig:23   | Noticed Qualyuph the pandemonium lord
381593 | Zig:23   | Noticed Pyelaih the pandemonium lord
381594 | Zig:23   | Killed Seff the pandemonium lord
381594 | Zig:23   | Killed Tonum the pandemonium lord
381594 | Zig:23   | Killed Puluusoc the pandemonium lord
381594 | Zig:23   | Killed Pyelaih the pandemonium lord
381596 | Zig:23   | Noticed Dapnam the pandemonium lord
381597 | Zig:23   | Noticed Geaz the pandemonium lord
381597 | Zig:23   | Killed Ciph the pandemonium lord
381597 | Zig:23   | Killed Geaz the pandemonium lord
381597 | Zig:23   | Killed Qualyuph the pandemonium lord
381599 | Zig:23   | Killed Kaysana the pandemonium lord
381602 | Zig:23   | Killed Dapnam the pandemonium lord
381693 | Zig:23   | Got a pitted platinum ring
381695 | Zig:23   | Identified the ring of Autotheism {MR+ Str+7} (You found it on level 23 of a ziggurat)
381723 | Zig:23   | Got a smoking bone ring
381725 | Zig:23   | Identified the ring "Epnuabb" {*Tele MR+ Str+3 SInv} (You found it on level 23 of a ziggurat)
381781 | Zig:23   | Identified the +13 gold dragon scales of the Harvest {rPois rF+ rC+ Int+2 Dex+4} (You found it on level 23 of a ziggurat)
381893 | Zig:24   | Entered Level 24 of a ziggurat
381956 | Zig:24   | Got a bound lapis lazuli ring
381958 | Zig:24   | Identified the cursed ring "Pamoac" {rElec rC- Str-3 Slay+3 Stlth+} (You found it on level 24 of a ziggurat)
382138 | Zig:25   | Entered Level 25 of a ziggurat
382218 | Zig:25   | Identified the Handbook of Transmutation
382221 | Zig:25   | Got a heavily runed silver ring
382224 | Zig:25   | Identified the ring "Quyraymukk" {rF+ Dex+2} (You found it on level 25 of a ziggurat)
382234 | Zig:25   | Got a warped bone ring
382235 | Zig:25   | Identified the ring "Uliaq" {rC+ Int+3 Dex+3 Stlth+} (You found it on level 25 of a ziggurat)
382247 | Zig:25   | Got a smoking silver ring
382248 | Zig:25   | Identified the ring "Otycutoq" {*Drain rF+ Str+3 Dex+9 Stlth+} (You found it on level 25 of a ziggurat)
382257 | Zig:25   | Got a slimy copper ring
382258 | Zig:25   | Identified the ring of Arool {+Blink Dex+5} (You found it on level 25 of a ziggurat)
382271 | Zig:25   | Identified the Catalogue of Toxic Transmigration
382282 | Zig:25   | Got a sparkling golden ring
382285 | Zig:25   | Identified the ring "Kacog" {Fire rN+} (You found it on level 25 of a ziggurat)
382330 | Zig:25   | Got a faintly glowing turquoise ring
382331 | Zig:25   | Identified the ring "Gefy" {Str+3 SInv} (You found it on level 25 of a ziggurat)
382685 | Zig:26   | Entered Level 26 of a ziggurat
382918 | Zig:26   | Killed a starcursed mass
383012 | Zig:26   | Got a coiled silver ring
383014 | Zig:26   | Identified the ring "Adghiz Coupo" {rF+ Str+3} (You found it on level 26 of a ziggurat)
383226 | Zig:27   | Entered Level 27 of a ziggurat
383230 | Zig:27   | Noticed a greater mummy
383232 | Zig:27   | Noticed a greater mummy
383232 | Zig:27   | Noticed a greater mummy
383234 | Zig:27   | Noticed a greater mummy
383235 | Zig:27   | Noticed a greater mummy
383235 | Zig:27   | Noticed a greater mummy
383235 | Zig:27   | Noticed a greater mummy
383236 | Zig:27   | Noticed a greater mummy
383236 | Zig:27   | Noticed a greater mummy
383237 | Zig:27   | Noticed a greater mummy
383237 | Zig:27   | Noticed a greater mummy
383240 | Zig:27   | Noticed a greater mummy
383240 | Zig:27   | Killed a greater mummy
383240 | Zig:27   | Killed a greater mummy
383240 | Zig:27   | Killed a greater mummy
383240 | Zig:27   | Killed a greater mummy
383240 | Zig:27   | Killed a greater mummy
383240 | Zig:27   | Killed a greater mummy
383241 | Zig:27   | Noticed a greater mummy
383241 | Zig:27   | Noticed a greater mummy
383241 | Zig:27   | Noticed a greater mummy
383241 | Zig:27   | Noticed a greater mummy
383241 | Zig:27   | Killed a greater mummy
383242 | Zig:27   | Noticed a greater mummy
383242 | Zig:27   | Noticed a greater mummy
383242 | Zig:27   | Noticed a greater mummy
383242 | Zig:27   | Killed a greater mummy
383242 | Zig:27   | Killed a greater mummy
383243 | Zig:27   | Noticed a greater mummy
383243 | Zig:27   | Noticed a greater mummy
383243 | Zig:27   | Killed a greater mummy
383244 | Zig:27   | Noticed a greater mummy
383244 | Zig:27   | Noticed a greater mummy
383244 | Zig:27   | Noticed a greater mummy
383244 | Zig:27   | Noticed a greater mummy
383244 | Zig:27   | Noticed a greater mummy
383244 | Zig:27   | Killed a greater mummy
383245 | Zig:27   | Noticed a greater mummy
383245 | Zig:27   | Noticed a greater mummy
383245 | Zig:27   | Noticed a greater mummy
383245 | Zig:27   | Noticed a greater mummy
383245 | Zig:27   | Noticed a greater mummy
383245 | Zig:27   | Noticed a greater mummy
383245 | Zig:27   | Noticed a greater mummy
383245 | Zig:27   | Noticed a greater mummy
383245 | Zig:27   | Noticed a greater mummy
383246 | Zig:27   | Noticed a greater mummy
383246 | Zig:27   | Killed a greater mummy
383246 | Zig:27   | Killed a greater mummy
383246 | Zig:27   | Killed a greater mummy
383246 | Zig:27   | Killed a greater mummy
383246 | Zig:27   | Killed a greater mummy
383246 | Zig:27   | Killed a greater mummy
383246 | Zig:27   | Killed a greater mummy
383246 | Zig:27   | Killed a greater mummy
383247 | Zig:27   | Noticed a greater mummy
383247 | Zig:27   | Noticed a greater mummy
383248 | Zig:27   | Killed a greater mummy
383248 | Zig:27   | Killed a greater mummy
383248 | Zig:27   | Killed a greater mummy
383248 | Zig:27   | Killed a greater mummy
383248 | Zig:27   | Killed a greater mummy
383248 | Zig:27   | Killed a greater mummy
383248 | Zig:27   | Killed a greater mummy
383249 | Zig:27   | Noticed a greater mummy
383249 | Zig:27   | Noticed a greater mummy
383249 | Zig:27   | Noticed a greater mummy
383249 | Zig:27   | Killed a greater mummy
383249 | Zig:27   | Killed a greater mummy
383249 | Zig:27   | Killed a greater mummy
383249 | Zig:27   | Killed a greater mummy
383249 | Zig:27   | Killed a greater mummy
383250 | Zig:27   | Killed a greater mummy
383250 | Zig:27   | Killed a greater mummy
383250 | Zig:27   | Killed a greater mummy
383251 | Zig:27   | Noticed a greater mummy
383251 | Zig:27   | Noticed a greater mummy
383252 | Zig:27   | Noticed a greater mummy
383252 | Zig:27   | Noticed a greater mummy
383253 | Zig:27   | Noticed a greater mummy
383253 | Zig:27   | Noticed a greater mummy
383254 | Zig:27   | Noticed a greater mummy
383254 | Zig:27   | Noticed a greater mummy
383254 | Zig:27   | Killed a greater mummy
383254 | Zig:27   | Killed a greater mummy
383255 | Zig:27   | Noticed a greater mummy
383255 | Zig:27   | Noticed a greater mummy
383255 | Zig:27   | Noticed a greater mummy
383255 | Zig:27   | Noticed a greater mummy
383256 | Zig:27   | Killed a greater mummy
383257 | Zig:27   | Noticed a greater mummy
383257 | Zig:27   | Killed a greater mummy
383257 | Zig:27   | Killed a greater mummy
383257 | Zig:27   | Killed a greater mummy
383257 | Zig:27   | Killed a greater mummy
383257 | Zig:27   | Killed a greater mummy
383257 | Zig:27   | Killed a greater mummy
383258 | Zig:27   | Noticed a greater mummy
383258 | Zig:27   | Noticed a greater mummy
383258 | Zig:27   | Noticed a greater mummy
383258 | Zig:27   | Killed a greater mummy
383258 | Zig:27   | Killed a greater mummy
383258 | Zig:27   | Killed a greater mummy
383258 | Zig:27   | Killed a greater mummy
383258 | Zig:27   | Killed a greater mummy
383258 | Zig:27   | Killed a greater mummy
383259 | Zig:27   | Noticed a greater mummy
383259 | Zig:27   | Noticed a greater mummy
383259 | Zig:27   | Noticed a greater mummy
383259 | Zig:27   | Noticed a greater mummy
383259 | Zig:27   | Noticed a greater mummy
383260 | Zig:27   | Noticed a greater mummy
383260 | Zig:27   | Noticed a greater mummy
383260 | Zig:27   | Noticed a greater mummy
383260 | Zig:27   | Noticed a greater mummy
383260 | Zig:27   | Noticed a greater mummy
383261 | Zig:27   | Noticed a greater mummy
383261 | Zig:27   | Killed a greater mummy
383261 | Zig:27   | Killed a greater mummy
383261 | Zig:27   | Killed a greater mummy
383261 | Zig:27   | Killed a greater mummy
383261 | Zig:27   | Killed a greater mummy
383261 | Zig:27   | Killed a greater mummy
383262 | Zig:27   | Noticed a greater mummy
383262 | Zig:27   | Killed a greater mummy
383263 | Zig:27   | Noticed a greater mummy
383263 | Zig:27   | Noticed a greater mummy
383263 | Zig:27   | Killed a greater mummy
383263 | Zig:27   | Killed a greater mummy
383263 | Zig:27   | Killed a greater mummy
383263 | Zig:27   | Killed a greater mummy
383263 | Zig:27   | Killed a greater mummy
383264 | Zig:27   | Noticed a greater mummy
383264 | Zig:27   | Noticed a greater mummy
383264 | Zig:27   | Noticed a greater mummy
383264 | Zig:27   | Noticed a greater mummy
383264 | Zig:27   | Noticed a greater mummy
383264 | Zig:27   | Killed a greater mummy
383264 | Zig:27   | Killed a greater mummy
383264 | Zig:27   | Killed a greater mummy
383264 | Zig:27   | Killed a greater mummy
383264 | Zig:27   | Killed a greater mummy
383265 | Zig:27   | Noticed a greater mummy
383265 | Zig:27   | Noticed a greater mummy
383265 | Zig:27   | Killed a greater mummy
383265 | Zig:27   | Killed a greater mummy
383266 | Zig:27   | Noticed a greater mummy
383266 | Zig:27   | Noticed a greater mummy
383266 | Zig:27   | Noticed a greater mummy
383266 | Zig:27   | Noticed a greater mummy
383266 | Zig:27   | Noticed a greater mummy
383267 | Zig:27   | Noticed a greater mummy
383267 | Zig:27   | Killed a greater mummy
383267 | Zig:27   | Killed a greater mummy
383267 | Zig:27   | Killed a greater mummy
383267 | Zig:27   | Killed a greater mummy
383267 | Zig:27   | Killed a greater mummy
383267 | Zig:27   | Killed a greater mummy
383267 | Zig:27   | Killed a greater mummy
383269 | Zig:27   | Noticed a greater mummy
383269 | Zig:27   | Killed a greater mummy
383269 | Zig:27   | Killed a greater mummy
383269 | Zig:27   | Killed a greater mummy
383269 | Zig:27   | Killed a greater mummy
383270 | Zig:27   | Noticed a greater mummy
383270 | Zig:27   | Noticed a greater mummy
383270 | Zig:27   | Noticed a greater mummy
383270 | Zig:27   | Noticed a greater mummy
383270 | Zig:27   | Noticed a greater mummy
383270 | Zig:27   | Killed a greater mummy
383270 | Zig:27   | Killed a greater mummy
383270 | Zig:27   | Killed a greater mummy
383271 | Zig:27   | Noticed a greater mummy
383271 | Zig:27   | Killed a greater mummy
383271 | Zig:27   | Killed a greater mummy
383272 | Zig:27   | Noticed a greater mummy
383272 | Zig:27   | Noticed a greater mummy
383272 | Zig:27   | Noticed a greater mummy
383273 | Zig:27   | Noticed a greater mummy
383273 | Zig:27   | Noticed a greater mummy
383274 | Zig:27   | Noticed a greater mummy
383275 | Zig:27   | Noticed a greater mummy
383275 | Zig:27   | Killed a greater mummy
383275 | Zig:27   | Killed a greater mummy
383275 | Zig:27   | Killed a greater mummy
383275 | Zig:27   | Killed a greater mummy
383275 | Zig:27   | Killed a greater mummy
383276 | Zig:27   | Noticed a greater mummy
383276 | Zig:27   | Noticed a greater mummy
383276 | Zig:27   | Noticed a greater mummy
383276 | Zig:27   | Noticed a greater mummy
383276 | Zig:27   | Noticed a greater mummy
383276 | Zig:27   | Noticed a greater mummy
383276 | Zig:27   | Noticed a greater mummy
383276 | Zig:27   | Noticed a greater mummy
383276 | Zig:27   | Noticed a greater mummy
383276 | Zig:27   | Noticed a greater mummy
383276 | Zig:27   | Noticed a greater mummy
383276 | Zig:27   | Noticed a greater mummy
383277 | Zig:27   | Noticed a greater mummy
383277 | Zig:27   | Noticed a greater mummy
383277 | Zig:27   | Noticed a greater mummy
383277 | Zig:27   | Killed a greater mummy
383277 | Zig:27   | Killed a greater mummy
383277 | Zig:27   | Killed a greater mummy
383278 | Zig:27   | Noticed a greater mummy
383278 | Zig:27   | Noticed a greater mummy
383278 | Zig:27   | Noticed a greater mummy
383278 | Zig:27   | Noticed a greater mummy
383278 | Zig:27   | Killed a greater mummy
383278 | Zig:27   | Killed a greater mummy
383278 | Zig:27   | Killed a greater mummy
383278 | Zig:27   | Killed a greater mummy
383278 | Zig:27   | Killed a greater mummy
383279 | Zig:27   | Noticed a greater mummy
383280 | Zig:27   | Noticed a greater mummy
383281 | Zig:27   | Noticed a greater mummy
383281 | Zig:27   | Killed a greater mummy
383281 | Zig:27   | Killed a greater mummy
383281 | Zig:27   | Killed a greater mummy
383281 | Zig:27   | Killed a greater mummy
383281 | Zig:27   | Killed a greater mummy
383281 | Zig:27   | Killed a greater mummy
383281 | Zig:27   | Killed a greater mummy
383281 | Zig:27   | Killed a greater mummy
383281 | Zig:27   | Killed a greater mummy
383281 | Zig:27   | Killed a greater mummy
383282 | Zig:27   | Killed a greater mummy
383283 | Zig:27   | Killed a greater mummy
383283 | Zig:27   | Killed a greater mummy
383283 | Zig:27   | Killed a greater mummy
383283 | Zig:27   | Killed a greater mummy
383283 | Zig:27   | Killed a greater mummy
383283 | Zig:27   | Killed a greater mummy
383284 | Zig:27   | Killed a greater mummy
383284 | Zig:27   | Killed a greater mummy
383284 | Zig:27   | Killed a greater mummy
383284 | Zig:27   | Killed a greater mummy
383284 | Zig:27   | Killed a greater mummy
383285 | Zig:27   | Noticed a greater mummy
383285 | Zig:27   | Killed a greater mummy
383288 | Zig:27   | Noticed a greater mummy
383290 | Zig:27   | Killed a greater mummy
383292 | Zig:27   | Noticed a greater mummy
383292 | Zig:27   | Killed a greater mummy
383294 | Zig:27   | Killed a greater mummy
383375 | Zig:27   | Identified Xuntumnay's Collected Works on Blistering Companions
383501 | Depths:2 | Identified the +2 cloak of the Catamount {MR+ Str+2 Int+2} (You acquired it on level 2 of the Depths)
383502 | Depths:2 | Identified the +0 cloak of Focus {Str+3} (You acquired it on level 2 of the Depths)
383503 | Depths:2 | Identified the +0 hat of the Sun {*Corrode rPois MR+++ Dex+7} (You acquired it on level 2 of the Depths)
383578 | Zig:1    | Entered Level 1 of a ziggurat
383637 | Zig:2    | Entered Level 2 of a ziggurat
383637 | Zig:2    | Noticed an orb of fire
383637 | Zig:2    | Noticed an orb of fire
383637 | Zig:2    | Noticed an orb of fire
383637 | Zig:2    | Noticed an orb of fire
383637 | Zig:2    | Noticed an orb of fire
383637 | Zig:2    | Noticed an orb of fire
383637 | Zig:2    | Noticed an orb of fire
383637 | Zig:2    | Noticed an orb of fire
383639 | Zig:2    | Noticed an orb of fire
383642 | Zig:2    | Noticed an orb of fire
383642 | Zig:2    | Killed an orb of fire
383644 | Zig:2    | Killed an orb of fire
383645 | Zig:2    | Killed an orb of fire
383649 | Zig:2    | Noticed an orb of fire
383649 | Zig:2    | Noticed an orb of fire
383650 | Zig:2    | Killed an orb of fire
383657 | Zig:2    | Killed an orb of fire
383658 | Zig:2    | Killed an orb of fire
383661 | Zig:2    | Noticed an orb of fire
383663 | Zig:2    | Noticed an orb of fire
383664 | Zig:2    | Killed an orb of fire
383665 | Zig:2    | Noticed an orb of fire
383667 | Zig:2    | Killed an orb of fire
383672 | Zig:2    | Killed an orb of fire
383675 | Zig:2    | Killed an orb of fire
383682 | Zig:2    | Killed an orb of fire
383685 | Zig:2    | Killed an orb of fire
383689 | Zig:2    | Killed an orb of fire
383689 | Zig:2    | Killed an orb of fire
383692 | Zig:2    | Killed an orb of fire
383755 | Zig:3    | Entered Level 3 of a ziggurat
383755 | Zig:3    | Noticed Remediff the pandemonium lord
383755 | Zig:3    | Noticed Jaucir the pandemonium lord
383755 | Zig:3    | Noticed Plog the pandemonium lord
383755 | Zig:3    | Noticed Otsoel the pandemonium lord
383755 | Zig:3    | Noticed Cuxzed the pandemonium lord
383755 | Zig:3    | Noticed Kiungell the pandemonium lord
383755 | Zig:3    | Noticed Taap the pandemonium lord
383755 | Zig:3    | Noticed Ficlaffeci the pandemonium lord
383755 | Zig:3    | Noticed Faskog the pandemonium lord
383755 | Zig:3    | Noticed Aduq the pandemonium lord
383757 | Zig:3    | Noticed Toceityg the pandemonium lord
383758 | Zig:3    | Cast into level 5 of the Abyss (Kiungell)
383758 | Abyss:5  | Entered Level 5 of the Abyss
383853 | Abyss:5  | Found a corrupted altar of Lugonu.
383913 | Zig:3    | Escaped the Abyss
383913 | Zig:3    | Noticed Faacozoiw the pandemonium lord
383914 | Zig:3    | Noticed Yfae the pandemonium lord
383915 | Zig:3    | Noticed Ikhozupe the pandemonium lord
383915 | Zig:3    | Noticed Copasmufin the pandemonium lord
383916 | Zig:3    | Killed Yfae the pandemonium lord
383916 | Zig:3    | Killed Aduq the pandemonium lord
383916 | Zig:3    | Killed Plog the pandemonium lord
383916 | Zig:3    | Killed Otsoel the pandemonium lord
383916 | Zig:3    | Killed Copasmufin the pandemonium lord
383916 | Zig:3    | Killed Faskog the pandemonium lord
383917 | Zig:3    | Noticed Veuk the pandemonium lord
383918 | Zig:3    | Killed Ficlaffeci the pandemonium lord
383918 | Zig:3    | Killed Ikhozupe the pandemonium lord
383919 | Zig:3    | Noticed Surireag the pandemonium lord
383919 | Zig:3    | Noticed Fyggusch the pandemonium lord
383919 | Zig:3    | Killed Toceityg the pandemonium lord
383919 | Zig:3    | Killed Jaucir the pandemonium lord
383920 | Zig:3    | Noticed Odoalurgh the pandemonium lord
383924 | Zig:3    | Killed Taap the pandemonium lord
383924 | Zig:3    | Killed Surireag the pandemonium lord
383924 | Zig:3    | Killed Cuxzed the pandemonium lord
383924 | Zig:3    | Killed Veuk the pandemonium lord
383924 | Zig:3    | Killed Remediff the pandemonium lord
383928 | Zig:3    | Killed Fyggusch the pandemonium lord
383929 | Zig:3    | Killed Kiungell the pandemonium lord
383929 | Zig:3    | Killed Odoalurgh the pandemonium lord
383937 | Zig:3    | Killed Faacozoiw the pandemonium lord
383999 | Zig:4    | Entered Level 4 of a ziggurat
384026 | Zig:4    | Got a slimy marble ring
384028 | Zig:4    | Identified the ring of the Five Ships {Fire MR- Int+5} (You found it on level 4 of a ziggurat)
384071 | Zig:5    | Entered Level 5 of a ziggurat
384085 | Zig:5    | Identified the Catalogue of the Enchanting Glacier
384156 | Zig:6    | Entered Level 6 of a ziggurat
384156 | Zig:6    | Noticed an ancient lich
384156 | Zig:6    | Noticed a greater mummy
384156 | Zig:6    | Noticed a greater mummy
384156 | Zig:6    | Noticed a greater mummy
384157 | Zig:6    | Killed an ancient lich
384159 | Zig:6    | Noticed a greater mummy
384159 | Zig:6    | Killed a greater mummy
384160 | Zig:6    | Noticed a greater mummy
384160 | Zig:6    | Noticed a greater mummy
384160 | Zig:6    | Killed a greater mummy
384161 | Zig:6    | Killed a greater mummy
384163 | Zig:6    | Noticed a greater mummy
384163 | Zig:6    | Killed a greater mummy
384165 | Zig:6    | Noticed a greater mummy
384165 | Zig:6    | Noticed a greater mummy
384166 | Zig:6    | Killed a greater mummy
384166 | Zig:6    | Killed a greater mummy
384167 | Zig:6    | Noticed a greater mummy
384168 | Zig:6    | Killed a greater mummy
384169 | Zig:6    | Killed a greater mummy
384169 | Zig:6    | Killed a greater mummy
384170 | Zig:6    | Killed a greater mummy
384194 | Zig:6    | Got a twitching iron amulet
384195 | Zig:6    | Identified the amulet "Zommiu" {Inacc Str+5} (You found it on level 6 of a ziggurat)
384212 | Zig:7    | Entered Level 7 of a ziggurat
384241 | Zig:7    | Noticed Ethetraa the pandemonium lord
384254 | Zig:7    | Killed Ethetraa the pandemonium lord
384267 | Zig:7    | Identified the Handbook of Supportive Evil
384280 | Zig:7    | Got a flickering iron ring
384282 | Zig:7    | Identified the ring of Daustrutt {rCorr rElec rF+} (You found it on level 7 of a ziggurat)
384340 | Zig:8    | Entered Level 8 of a ziggurat
384384 | Zig:8    | Got a scintillating iron ring
384386 | Zig:8    | Identified the ring of Luergh {rElec MR- Str+10 Int+6 Slay-4} (You found it on level 8 of a ziggurat)
384434 | Zig:8    | Identified the +0 cloak of Beauty {rCorr Str+2} (You found it on level 8 of a ziggurat)
384446 | Zig:9    | Entered Level 9 of a ziggurat
384446 | Zig:9    | Noticed an ancient lich
384446 | Zig:9    | Noticed an ancient lich
384446 | Zig:9    | Noticed an ancient lich
384446 | Zig:9    | Noticed an ancient lich
384446 | Zig:9    | Noticed an ancient lich
384446 | Zig:9    | Noticed an ancient lich
384446 | Zig:9    | Noticed an ancient lich
384446 | Zig:9    | Noticed an ancient lich
384446 | Zig:9    | Noticed an ancient lich
384447 | Zig:9    | Killed an ancient lich
384447 | Zig:9    | Killed an ancient lich
384447 | Zig:9    | Killed an ancient lich
384447 | Zig:9    | Killed an ancient lich
384447 | Zig:9    | Killed an ancient lich
384448 | Zig:9    | Noticed an ancient lich
384448 | Zig:9    | Noticed an ancient lich
384448 | Zig:9    | Killed an ancient lich
384448 | Zig:9    | Killed an ancient lich
384448 | Zig:9    | Killed an ancient lich
384448 | Zig:9    | Killed an ancient lich
384449 | Zig:9    | Noticed an ancient lich
384449 | Zig:9    | Noticed an ancient lich
384450 | Zig:9    | Killed an ancient lich
384451 | Zig:9    | Killed an ancient lich
384453 | Zig:9    | Noticed an ancient lich
384454 | Zig:9    | Noticed an ancient lich
384454 | Zig:9    | Noticed an ancient lich
384454 | Zig:9    | Noticed an ancient lich
384454 | Zig:9    | Noticed an ancient lich
384454 | Zig:9    | Killed an ancient lich
384455 | Zig:9    | Noticed an ancient lich
384455 | Zig:9    | Noticed an ancient lich
384456 | Zig:9    | Killed an ancient lich
384456 | Zig:9    | Killed an ancient lich
384456 | Zig:9    | Killed an ancient lich
384456 | Zig:9    | Killed an ancient lich
384456 | Zig:9    | Noticed an ancient lich
384457 | Zig:9    | Noticed an ancient lich
384458 | Zig:9    | Noticed an ancient lich
384459 | Zig:9    | Noticed an ancient lich
384459 | Zig:9    | Killed an ancient lich
384460 | Zig:9    | Noticed an ancient lich
384460 | Zig:9    | Killed an ancient lich
384460 | Zig:9    | Killed an ancient lich
384460 | Zig:9    | Killed an ancient lich
384460 | Zig:9    | Killed an ancient lich
384461 | Zig:9    | Noticed an ancient lich
384461 | Zig:9    | Noticed an ancient lich
384461 | Zig:9    | Killed an ancient lich
384461 | Zig:9    | Killed an ancient lich
384461 | Zig:9    | Killed an ancient lich
384462 | Zig:9    | Noticed an ancient lich
384462 | Zig:9    | Killed an ancient lich
384463 | Zig:9    | Killed an ancient lich
384464 | Zig:9    | Noticed an ancient lich
384464 | Zig:9    | Killed an ancient lich
384464 | Zig:9    | Killed an ancient lich
384467 | Zig:9    | Killed an ancient lich
384474 | Zig:9    | Got a fine copper ring
384476 | Zig:9    | Identified the ring of Cofeopty {rC+ Int+3 SInv Stlth+} (You found it on level 9 of a ziggurat)
384489 | Zig:9    | Got a warped amber ring
384490 | Zig:9    | Identified the ring "Soargh" {Ice +Inv Stlth+} (You found it on level 9 of a ziggurat)
384551 | Zig:10   | Entered Level 10 of a ziggurat
384602 | Zig:10   | Got a translucent ruby amulet
384603 | Zig:10   | Identified the amulet of Plog {Harm *Drain MR+ Str+2 Dex+3 Stlth+} (You found it on level 10 of a ziggurat)
384670 | Zig:11   | Entered Level 11 of a ziggurat
384695 | Zig:11   | Got a coiled silver ring
384697 | Zig:11   | Identified the ring of the Good {+Inv rC+ MR+ Dex-4 Slay+2} (You found it on level 11 of a ziggurat)
384766 | Zig:11   | Identified the Disquisition on Icy Arcane Weapons
384808 | Zig:12   | Entered Level 12 of a ziggurat
384869 | Zig:12   | Got a translucent jade ring
384871 | Zig:12   | Identified the ring of Honesty {rF+ Str+3 Dex+5 Stlth-} (You found it on level 12 of a ziggurat)
384947 | Zig:13   | Entered Level 13 of a ziggurat
384980 | Zig:13   | Identified the Handbook of Fiery Venom
384995 | Zig:13   | Identified the Grimoire of Icy Earth
384999 | Zig:13   | Identified Sif Muna's Collected Works on Creative Intoxication
385172 | Zig:13   | Identified the Handbook of Damage Dealing
385196 | Zig:14   | Entered Level 14 of a ziggurat
385359 | Zig:14   | Identified Anaqox's Collected Works on Unstable Attacks
385363 | Zig:14   | Identified the cursed +1 crystal plate armour of the Depths {Str+3} (You found it on level 14 of a ziggurat)
385485 | Zig:15   | Entered Level 15 of a ziggurat
385591 | Zig:16   | Entered Level 16 of a ziggurat
385638 | Zig:16   | Noticed Getam the pandemonium lord
385642 | Zig:16   | Killed Getam the pandemonium lord
385666 | Zig:16   | Identified the +0 pair of gloves "Cakebro" {*Slow +Blink Regen+ Int-2} (You found it on level 16 of a ziggurat)
385681 | Zig:16   | Got a steaming platinum ring
385683 | Zig:16   | Identified the ring of Optimism {-Tele rPois rF+ Str+3} (You found it on level 16 of a ziggurat)
385698 | Zig:16   | Identified the Volume of the Assistive Mountains
385713 | Zig:16   | Got a heavily runed platinum ring
385714 | Zig:16   | Identified the ring of Oshrirche {Ice MR++} (You found it on level 16 of a ziggurat)
385782 | Zig:17   | Entered Level 17 of a ziggurat
385782 | Zig:17   | Noticed Iriclipp the pandemonium lord
385782 | Zig:17   | Noticed Mufiudal the pandemonium lord
385782 | Zig:17   | Noticed Loteusch the pandemonium lord
385782 | Zig:17   | Noticed Sychai Unte the pandemonium lord
385782 | Zig:17   | Noticed Egaby the pandemonium lord
385782 | Zig:17   | Noticed Ruwkeci the pandemonium lord
385782 | Zig:17   | Noticed Xeikucsi the pandemonium lord
385782 | Zig:17   | Noticed Iballees the pandemonium lord
385782 | Zig:17   | Noticed Xijoq the pandemonium lord
385782 | Zig:17   | Noticed Kearong the pandemonium lord
385782 | Zig:17   | Noticed Astaiw the pandemonium lord
385782 | Zig:17   | Noticed Xethalomp the pandemonium lord
385782 | Zig:17   | Noticed Ninlulib the pandemonium lord
385782 | Zig:17   | Noticed Hiuciokio the pandemonium lord
385782 | Zig:17   | Noticed Jaysibol the pandemonium lord
385782 | Zig:17   | Noticed Wufuiwa the pandemonium lord
385782 | Zig:17   | Noticed Jutuklo the pandemonium lord
385782 | Zig:17   | Noticed Avyxein the pandemonium lord
385782 | Zig:17   | Noticed Paumeec the pandemonium lord
385782 | Zig:17   | Noticed Caerydgh the pandemonium lord
385782 | Zig:17   | Noticed Owaesk the pandemonium lord
385782 | Zig:17   | Noticed Causoesk the pandemonium lord
385782 | Zig:17   | Noticed Rupp the pandemonium lord
385782 | Zig:17   | Noticed Hiciurur the pandemonium lord
385782 | Zig:17   | Noticed Wedyjarph the pandemonium lord
385782 | Zig:17   | Noticed Suyl the pandemonium lord
385782 | Zig:17   | Noticed Fessyj the pandemonium lord
385782 | Zig:17   | Noticed Evvam the pandemonium lord
385782 | Zig:17   | Noticed Banustrui the pandemonium lord
385782 | Zig:17   | Noticed Metta the pandemonium lord
385782 | Zig:17   | Noticed Situddew the pandemonium lord
385782 | Zig:17   | Noticed Ivoo the pandemonium lord
385782 | Zig:17   | Noticed Ceez the pandemonium lord
385784 | Zig:17   | Noticed Cotajyof the pandemonium lord
385785 | Zig:17   | Killed Evvam the pandemonium lord
385785 | Zig:17   | Killed Caerydgh the pandemonium lord
385785 | Zig:17   | Killed Kearong the pandemonium lord
385786 | Zig:17   | Noticed Jinuagy the pandemonium lord
385786 | Zig:17   | Killed Loteusch the pandemonium lord
385786 | Zig:17   | Killed Situddew the pandemonium lord
385786 | Zig:17   | Killed Astaiw the pandemonium lord
385786 | Zig:17   | Killed Avyxein the pandemonium lord
385786 | Zig:17   | Killed Suyl the pandemonium lord
385786 | Zig:17   | Killed Paumeec the pandemonium lord
385786 | Zig:17   | Killed Causoesk the pandemonium lord
385786 | Zig:17   | Killed Utzegergh the pandemonium lord
385787 | Zig:17   | Killed Wedyjarph the pandemonium lord
385787 | Zig:17   | Killed Iriclipp the pandemonium lord
385787 | Zig:17   | Killed Tugoh the pandemonium lord
385787 | Zig:17   | Killed Jitigosa the pandemonium lord
385787 | Zig:17   | Killed Lulogim the pandemonium lord
385787 | Zig:17   | Killed Banustrui the pandemonium lord
385788 | Zig:17   | Noticed Illi Tua the pandemonium lord
385788 | Zig:17   | Noticed Qier the pandemonium lord
385788 | Zig:17   | Killed Owaesk the pandemonium lord
385788 | Zig:17   | Killed Fessyj the pandemonium lord
385788 | Zig:17   | Killed Ninlulib the pandemonium lord
385788 | Zig:17   | Killed Cotajyof the pandemonium lord
385788 | Zig:17   | Killed Xijoq the pandemonium lord
385789 | Zig:17   | Noticed Qaedaz the pandemonium lord
385789 | Zig:17   | Noticed Ukea the pandemonium lord
385789 | Zig:17   | Noticed Rekhliqosm the pandemonium lord
385790 | Zig:17   | Noticed Tyezupt the pandemonium lord
385790 | Zig:17   | Noticed Tiuf Ces the pandemonium lord
385790 | Zig:17   | Noticed Tuaphaem the pandemonium lord
385791 | Zig:17   | Killed Ivoo the pandemonium lord
385791 | Zig:17   | Killed Hiuciokio the pandemonium lord
385791 | Zig:17   | Killed Qier the pandemonium lord
385791 | Zig:17   | Killed Jaysibol the pandemonium lord
385792 | Zig:17   | Killed Ruwkeci the pandemonium lord
385792 | Zig:17   | Killed Xeikucsi the pandemonium lord
385792 | Zig:17   | Killed Mufiudal the pandemonium lord
385793 | Zig:17   | Noticed Fuv Jana the pandemonium lord
385794 | Zig:17   | Noticed Echol the pandemonium lord
385794 | Zig:17   | Killed Ceisy the pandemonium lord
385794 | Zig:17   | Killed Metta the pandemonium lord
385794 | Zig:17   | Killed Tyezupt the pandemonium lord
385794 | Zig:17   | Killed Ukea the pandemonium lord
385794 | Zig:17   | Killed Jutuklo the pandemonium lord
385795 | Zig:17   | Noticed Wonubeyd the pandemonium lord
385795 | Zig:17   | Killed Echol the pandemonium lord
385796 | Zig:17   | Killed Jinuagy the pandemonium lord
385796 | Zig:17   | Killed Egaby the pandemonium lord
385797 | Zig:17   | Noticed Wenwoul the pandemonium lord
385797 | Zig:17   | Noticed Naimm the pandemonium lord
385798 | Zig:17   | Killed Qaedaz the pandemonium lord
385798 | Zig:17   | Killed Hiciurur the pandemonium lord
385798 | Zig:17   | Killed Tiuf Ces the pandemonium lord
385799 | Zig:17   | Noticed Ahulaul the pandemonium lord
385799 | Zig:17   | Noticed Himnaig the pandemonium lord
385800 | Zig:17   | Noticed Ijedarghe the pandemonium lord
385800 | Zig:17   | Noticed Qiher the pandemonium lord
385800 | Zig:17   | Noticed Kiklogoi the pandemonium lord
385800 | Zig:17   | Killed Fuv Jana the pandemonium lord
385800 | Zig:17   | Killed Rupp the pandemonium lord
385800 | Zig:17   | Killed Wonubeyd the pandemonium lord
385800 | Zig:17   | Killed Ceez the pandemonium lord
385801 | Zig:17   | Noticed Fimnusic the pandemonium lord
385801 | Zig:17   | Killed Iballees the pandemonium lord
385802 | Zig:17   | Noticed Alelet the pandemonium lord
385802 | Zig:17   | Killed Wenwoul the pandemonium lord
385803 | Zig:17   | Noticed Orowuc the pandemonium lord
385803 | Zig:17   | Noticed Iputzixe the pandemonium lord
385804 | Zig:17   | Noticed Heobadgh the pandemonium lord
385804 | Zig:17   | Noticed Coc Used the pandemonium lord
385805 | Zig:17   | Noticed Winedops the pandemonium lord
385805 | Zig:17   | Noticed Hepepni the pandemonium lord
385805 | Zig:17   | Noticed Umajaelo the pandemonium lord
385805 | Zig:17   | Noticed Dink the pandemonium lord
385806 | Zig:17   | Noticed Huriss the pandemonium lord
385806 | Zig:17   | Noticed Xuhays the pandemonium lord
385806 | Zig:17   | Killed Wufuiwa the pandemonium lord
385807 | Zig:17   | Killed Ahulaul the pandemonium lord
385807 | Zig:17   | Killed Tuaphaem the pandemonium lord
385809 | Zig:17   | Noticed Waneqoy the pandemonium lord
385809 | Zig:17   | Noticed Byaliq the pandemonium lord
385809 | Zig:17   | Noticed Zyrasch the pandemonium lord
385809 | Zig:17   | Killed Coc Used the pandemonium lord
385810 | Zig:17   | Killed Dink the pandemonium lord
385810 | Zig:17   | Killed Ocsenuch the pandemonium lord
385810 | Zig:17   | Killed Illi Tua the pandemonium lord
385810 | Zig:17   | Killed Alelet the pandemonium lord
385810 | Zig:17   | Killed Orowuc the pandemonium lord
385811 | Zig:17   | Noticed Ymeoked the pandemonium lord
385811 | Zig:17   | Noticed Delemeh the pandemonium lord
385811 | Zig:17   | Killed Iputzixe the pandemonium lord
385811 | Zig:17   | Killed Ymeoked the pandemonium lord
385813 | Zig:17   | Noticed Lequtam the pandemonium lord
385815 | Zig:17   | Noticed Exaoch the pandemonium lord
385815 | Zig:17   | Noticed Nygint the pandemonium lord
385815 | Zig:17   | Killed Waneqoy the pandemonium lord
385817 | Zig:17   | Noticed Damogam the pandemonium lord
385817 | Zig:17   | Noticed Imongutz the pandemonium lord
385817 | Zig:17   | Noticed Geipp the pandemonium lord
385817 | Zig:17   | Noticed Vyitokk the pandemonium lord
385817 | Zig:17   | Noticed Ymuofom the pandemonium lord
385817 | Zig:17   | Noticed Nikil the pandemonium lord
385817 | Zig:17   | Noticed Poed Qead the pandemonium lord
385817 | Zig:17   | Noticed Val Did the pandemonium lord
385817 | Zig:17   | Noticed Jehan the pandemonium lord
385817 | Zig:17   | Noticed Esacs the pandemonium lord
385817 | Zig:17   | Noticed Diokuiw the pandemonium lord
385817 | Zig:17   | Noticed Feohoh the pandemonium lord
385817 | Zig:17   | Noticed Tiosmit the pandemonium lord
385817 | Zig:17   | Noticed Qeanna the pandemonium lord
385817 | Zig:17   | Killed Qiher the pandemonium lord
385818 | Zig:17   | Noticed Hutueloary the pandemonium lord
385819 | Zig:17   | Noticed Cexulaum the pandemonium lord
385820 | Zig:17   | Noticed Zoorr the pandemonium lord
385820 | Zig:17   | Noticed Agixiuph the pandemonium lord
385822 | Zig:17   | Noticed Boileink the pandemonium lord
385822 | Zig:17   | Noticed Jaree the pandemonium lord
385822 | Zig:17   | Killed Rekhliqosm the pandemonium lord
385822 | Zig:17   | Killed Kiklogoi the pandemonium lord
385825 | Zig:17   | Killed Esacs the pandemonium lord
385826 | Zig:17   | Noticed Niasaeh the pandemonium lord
385826 | Zig:17   | Killed Jehan the pandemonium lord
385826 | Zig:17   | Killed Himnaig the pandemonium lord
385826 | Zig:17   | Killed Heobadgh the pandemonium lord
385826 | Zig:17   | Killed Fimnusic the pandemonium lord
385826 | Zig:17   | Killed Ijedarghe the pandemonium lord
385827 | Zig:17   | Noticed Heutuax the pandemonium lord
385827 | Zig:17   | Killed Zyrasch the pandemonium lord
385827 | Zig:17   | Killed Zoorr the pandemonium lord
385827 | Zig:17   | Killed Byaliq the pandemonium lord
385827 | Zig:17   | Killed Poed Qead the pandemonium lord
385827 | Zig:17   | Killed Exaoch the pandemonium lord
385827 | Zig:17   | Killed Jaree the pandemonium lord
385827 | Zig:17   | Killed Umajaelo the pandemonium lord
385827 | Zig:17   | Killed Nygint the pandemonium lord
385828 | Zig:17   | Noticed Moqoot the pandemonium lord
385828 | Zig:17   | Killed Vyitokk the pandemonium lord
385828 | Zig:17   | Killed Boileink the pandemonium lord
385828 | Zig:17   | Killed Tiosmit the pandemonium lord
385828 | Zig:17   | Killed Lequtam the pandemonium lord
385828 | Zig:17   | Killed Ymuofom the pandemonium lord
385828 | Zig:17   | Killed Imongutz the pandemonium lord
385828 | Zig:17   | Killed Delemeh the pandemonium lord
385828 | Zig:17   | Killed Huriss the pandemonium lord
385828 | Zig:17   | Killed Geipp the pandemonium lord
385828 | Zig:17   | Killed Feohoh the pandemonium lord
385828 | Zig:17   | Killed Qeanna the pandemonium lord
385829 | Zig:17   | Noticed Tig Nibeamm the pandemonium lord
385829 | Zig:17   | Noticed Saej the pandemonium lord
385829 | Zig:17   | Noticed Quiqog the pandemonium lord
385829 | Zig:17   | Killed Xuhays the pandemonium lord
385830 | Zig:17   | Noticed Diores Boesu the pandemonium lord
385830 | Zig:17   | Noticed Ysaurasu the pandemonium lord
385831 | Zig:17   | Noticed Rong the pandemonium lord
385831 | Zig:17   | Noticed Kiecaletyd the pandemonium lord
385831 | Zig:17   | Noticed Gymif the pandemonium lord
385831 | Zig:17   | Noticed Qyuril the pandemonium lord
385832 | Zig:17   | Noticed Empemejo the pandemonium lord
385832 | Zig:17   | Noticed Icaxt the pandemonium lord
385832 | Zig:17   | Killed Quiqog the pandemonium lord
385832 | Zig:17   | Killed Naimm the pandemonium lord
385833 | Zig:17   | Killed Damogam the pandemonium lord
385833 | Zig:17   | Killed Sychai Unte the pandemonium lord
385833 | Zig:17   | Killed Cexulaum the pandemonium lord
385833 | Zig:17   | Killed Agixiuph the pandemonium lord
385834 | Zig:17   | Noticed Ykkiz the pandemonium lord
385835 | Zig:17   | Noticed Fextyskaj the pandemonium lord
385840 | Zig:17   | Killed Fextyskaj the pandemonium lord
385840 | Zig:17   | Killed Val Did the pandemonium lord
385840 | Zig:17   | Killed Ysaurasu the pandemonium lord
385841 | Zig:17   | Killed Winedops the pandemonium lord
385842 | Zig:17   | Killed Niasaeh the pandemonium lord
385843 | Zig:17   | Noticed Naghac the pandemonium lord
385843 | Zig:17   | Killed Rong the pandemonium lord
385843 | Zig:17   | Killed Nikil the pandemonium lord
385843 | Zig:17   | Killed Kiecaletyd the pandemonium lord
385843 | Zig:17   | Killed Heutuax the pandemonium lord
385843 | Zig:17   | Killed Qyuril the pandemonium lord
385843 | Zig:17   | Killed Hutueloary the pandemonium lord
385844 | Zig:17   | Killed Ykkiz the pandemonium lord
385844 | Zig:17   | Killed Gymif the pandemonium lord
385845 | Zig:17   | Noticed Touv Jier the pandemonium lord
385845 | Zig:17   | Noticed Edyhoonn the pandemonium lord
385846 | Zig:17   | Noticed Xocaisath the pandemonium lord
385846 | Zig:17   | Noticed Apniesai the pandemonium lord
385849 | Zig:17   | Noticed Dyk Jefe the pandemonium lord
385851 | Zig:17   | Noticed Noechyzi the pandemonium lord
385852 | Zig:17   | Killed Icaxt the pandemonium lord
385852 | Zig:17   | Killed Diores Boesu the pandemonium lord
385853 | Zig:17   | Noticed Osopach the pandemonium lord
385853 | Zig:17   | Noticed Savea the pandemonium lord
385853 | Zig:17   | Killed Moqoot the pandemonium lord
385853 | Zig:17   | Killed Xethalomp the pandemonium lord
385853 | Zig:17   | Killed Edyhoonn the pandemonium lord
385855 | Zig:17   | Noticed Wulabb the pandemonium lord
385855 | Zig:17   | Noticed Susaigh the pandemonium lord
385856 | Zig:17   | Noticed Upes Pyidivi the pandemonium lord
385856 | Zig:17   | Killed Noechyzi the pandemonium lord
385856 | Zig:17   | Killed Susaigh the pandemonium lord
385856 | Zig:17   | Killed Savea the pandemonium lord
385856 | Zig:17   | Killed Tig Nibeamm the pandemonium lord
385856 | Zig:17   | Killed Xocaisath the pandemonium lord
385856 | Zig:17   | Killed Apniesai the pandemonium lord
385856 | Zig:17   | Killed Retigog the pandemonium lord
385856 | Zig:17   | Killed Hepepni the pandemonium lord
385857 | Zig:17   | Noticed Myuhun the pandemonium lord
385857 | Zig:17   | Killed Osopach the pandemonium lord
385857 | Zig:17   | Killed Dyk Jefe the pandemonium lord
385858 | Zig:17   | Noticed Sanegee Zoem the pandemonium lord
385858 | Zig:17   | Noticed Eptopp the pandemonium lord
385858 | Zig:17   | Noticed Beept the pandemonium lord
385858 | Zig:17   | Killed Wulabb the pandemonium lord
385859 | Zig:17   | Noticed Denlephu the pandemonium lord
385859 | Zig:17   | Noticed Ebadweb the pandemonium lord
385859 | Zig:17   | Noticed Vimoofuf the pandemonium lord
385860 | Zig:17   | Noticed Hoghim the pandemonium lord
385860 | Zig:17   | Noticed Guca the pandemonium lord
385860 | Zig:17   | Noticed Riomurai the pandemonium lord
385861 | Zig:17   | Noticed Xohaptin the pandemonium lord
385862 | Zig:17   | Noticed Voutamp the pandemonium lord
385862 | Zig:17   | Noticed Byirin the pandemonium lord
385862 | Zig:17   | Killed Touv Jier the pandemonium lord
385863 | Zig:17   | Noticed Jonu the pandemonium lord
385864 | Zig:17   | Killed Eptopp the pandemonium lord
385866 | Zig:17   | Killed Upes Pyidivi the pandemonium lord
385867 | Zig:17   | Killed Riomurai the pandemonium lord
385868 | Zig:17   | Killed Naghac the pandemonium lord
385869 | Zig:17   | Noticed Nygurim the pandemonium lord
385869 | Zig:17   | Killed Denlephu the pandemonium lord
385870 | Zig:17   | Noticed Rasogrua the pandemonium lord
385870 | Zig:17   | Killed Saej the pandemonium lord
385873 | Zig:17   | Killed Xohaptin the pandemonium lord
385875 | Zig:17   | Noticed Seomp the pandemonium lord
385876 | Zig:17   | Killed Vimoofuf the pandemonium lord
385877 | Zig:17   | Killed Diokuiw the pandemonium lord
385877 | Zig:17   | Killed Beept the pandemonium lord
385877 | Zig:17   | Killed Ebadweb the pandemonium lord
385879 | Zig:17   | Killed Empemejo the pandemonium lord
385879 | Zig:17   | Killed Sanegee Zoem the pandemonium lord
385879 | Zig:17   | Killed Byirin the pandemonium lord
385879 | Zig:17   | Killed Seomp the pandemonium lord
385879 | Zig:17   | Killed Guca the pandemonium lord
385882 | Zig:17   | Killed Rasogrua the pandemonium lord
385882 | Zig:17   | Killed Jonu the pandemonium lord
385882 | Zig:17   | Killed Hoghim the pandemonium lord
385882 | Zig:17   | Killed Nygurim the pandemonium lord
385883 | Zig:17   | Killed Myuhun the pandemonium lord
385884 | Zig:17   | Noticed Mesy the pandemonium lord
385886 | Zig:17   | Noticed Ribanec the pandemonium lord
385891 | Zig:17   | Killed Mesy the pandemonium lord
385895 | Zig:17   | Noticed Umesaf the pandemonium lord
385899 | Zig:17   | Noticed Myqu the pandemonium lord
385899 | Zig:17   | Killed Voutamp the pandemonium lord
385903 | Zig:17   | Killed Ribanec the pandemonium lord
385908 | Zig:17   | Killed Myqu the pandemonium lord
385909 | Zig:17   | Killed Umesaf the pandemonium lord
385988 | Zig:17   | Got a translucent ivory amulet
385989 | Zig:17   | Identified the amulet of Sunlight {Harm *Drain rC+ MR+ Dex+4 Stlth+} (You found it on level 17 of a ziggurat)
385997 | Zig:17   | Identified the Grimoire of the Mind
386000 | Zig:17   | Identified the Papyrus of Unholy Rituals and Conjuration
386099 | Zig:18   | Entered Level 18 of a ziggurat
386155 | Zig:18   | Got a steaming amethyst amulet
386156 | Zig:18   | Identified the amulet "Foadud" {Reflect rN++ SH+3} (You found it on level 18 of a ziggurat)
386246 | Zig:18   | Got a coiled bronze ring
386248 | Zig:18   | Identified the ring "Jallasuo" {rPois Str+3 Int+4 Dex+2} (You found it on level 18 of a ziggurat)
386250 | Zig:18   | Identified Vioh's Papyrus of Flames
386256 | Zig:18   | Identified the Handbook of the Boosting Glacier
386286 | Zig:18   | Identified the Grimoire of Spatial Clay
386298 | Zig:19   | Entered Level 19 of a ziggurat
386298 | Zig:19   | Noticed a juggernaut
386298 | Zig:19   | Noticed a juggernaut
386298 | Zig:19   | Noticed a juggernaut
386298 | Zig:19   | Noticed a juggernaut
386298 | Zig:19   | Noticed a juggernaut
386298 | Zig:19   | Noticed a juggernaut
386298 | Zig:19   | Noticed a juggernaut
386298 | Zig:19   | Noticed a juggernaut
386298 | Zig:19   | Noticed a juggernaut
386298 | Zig:19   | Noticed a juggernaut
386298 | Zig:19   | Noticed a juggernaut
386300 | Zig:19   | Noticed a juggernaut
386301 | Zig:19   | Noticed a juggernaut
386305 | Zig:19   | Killed a juggernaut
386305 | Zig:19   | Killed a juggernaut
386305 | Zig:19   | Killed a juggernaut
386305 | Zig:19   | Killed a juggernaut
386305 | Zig:19   | Killed a juggernaut
386305 | Zig:19   | Killed a juggernaut
386305 | Zig:19   | Killed a juggernaut
386305 | Zig:19   | Killed a juggernaut
386305 | Zig:19   | Killed a juggernaut
386305 | Zig:19   | Killed a juggernaut
386305 | Zig:19   | Killed a juggernaut
386305 | Zig:19   | Killed a juggernaut
386305 | Zig:19   | Killed a juggernaut
386306 | Zig:19   | Noticed a juggernaut
386306 | Zig:19   | Noticed a juggernaut
386307 | Zig:19   | Noticed a juggernaut
386307 | Zig:19   | Noticed a juggernaut
386307 | Zig:19   | Noticed a juggernaut
386307 | Zig:19   | Noticed a juggernaut
386308 | Zig:19   | Noticed a juggernaut
386308 | Zig:19   | Noticed a juggernaut
386310 | Zig:19   | Noticed a juggernaut
386310 | Zig:19   | Killed a juggernaut
386310 | Zig:19   | Killed a juggernaut
386310 | Zig:19   | Killed a juggernaut
386310 | Zig:19   | Killed a juggernaut
386310 | Zig:19   | Killed a juggernaut
386310 | Zig:19   | Killed a juggernaut
386310 | Zig:19   | Killed a juggernaut
386311 | Zig:19   | Noticed a juggernaut
386311 | Zig:19   | Noticed a juggernaut
386311 | Zig:19   | Killed a juggernaut
386312 | Zig:19   | Noticed a juggernaut
386312 | Zig:19   | Noticed a juggernaut
386312 | Zig:19   | Noticed a juggernaut
386312 | Zig:19   | Noticed a juggernaut
386313 | Zig:19   | Noticed a juggernaut
386313 | Zig:19   | Noticed a juggernaut
386313 | Zig:19   | Noticed a juggernaut
386315 | Zig:19   | Noticed a juggernaut
386316 | Zig:19   | Killed a juggernaut
386316 | Zig:19   | Killed a juggernaut
386316 | Zig:19   | Killed a juggernaut
386316 | Zig:19   | Killed a juggernaut
386316 | Zig:19   | Killed a juggernaut
386316 | Zig:19   | Killed a juggernaut
386316 | Zig:19   | Killed a juggernaut
386316 | Zig:19   | Killed a juggernaut
386316 | Zig:19   | Killed a juggernaut
386316 | Zig:19   | Killed a juggernaut
386316 | Zig:19   | Killed a juggernaut
386316 | Zig:19   | Noticed a juggernaut
386316 | Zig:19   | Noticed a juggernaut
386316 | Zig:19   | Noticed a juggernaut
386317 | Zig:19   | Noticed a juggernaut
386317 | Zig:19   | Noticed a juggernaut
386317 | Zig:19   | Noticed a juggernaut
386319 | Zig:19   | Noticed a juggernaut
386319 | Zig:19   | Noticed a juggernaut
386320 | Zig:19   | Noticed a juggernaut
386320 | Zig:19   | Noticed a juggernaut
386321 | Zig:19   | Noticed a juggernaut
386323 | Zig:19   | Noticed a juggernaut
386324 | Zig:19   | Noticed a juggernaut
386325 | Zig:19   | Noticed a juggernaut
386326 | Zig:19   | Killed a juggernaut
386326 | Zig:19   | Killed a juggernaut
386326 | Zig:19   | Killed a juggernaut
386326 | Zig:19   | Killed a juggernaut
386326 | Zig:19   | Killed a juggernaut
386326 | Zig:19   | Killed a juggernaut
386326 | Zig:19   | Killed a juggernaut
386326 | Zig:19   | Killed a juggernaut
386326 | Zig:19   | Killed a juggernaut
386326 | Zig:19   | Killed a juggernaut
386326 | Zig:19   | Killed a juggernaut
386327 | Zig:19   | Noticed a juggernaut
386327 | Zig:19   | Noticed a juggernaut
386327 | Zig:19   | Noticed a juggernaut
386327 | Zig:19   | Noticed a juggernaut
386328 | Zig:19   | Noticed a juggernaut
386334 | Zig:19   | Killed a juggernaut
386334 | Zig:19   | Killed a juggernaut
386334 | Zig:19   | Killed a juggernaut
386334 | Zig:19   | Killed a juggernaut
386334 | Zig:19   | Killed a juggernaut
386334 | Zig:19   | Killed a juggernaut
386334 | Zig:19   | Killed a juggernaut
386335 | Zig:19   | Noticed a juggernaut
386338 | Zig:19   | Noticed a juggernaut
386339 | Zig:19   | Killed a juggernaut
386343 | Zig:19   | Killed a juggernaut
386344 | Zig:19   | Killed a juggernaut
386369 | Zig:19   | Identified the Almanac of Enchantment and Displacement
386439 | Zig:19   | Got a brightly glowing wooden ring
386441 | Zig:19   | Identified the ring of the Philosopher {Fire rElec rN++ Int+2 Stlth-} (You found it on level 19 of a ziggurat)
386445 | Zig:19   | Identified the +2 helmet of the Undertaker {*Drain rCorr Str+7} (You found it on level 19 of a ziggurat)
386449 | Zig:19   | Got a translucent brass amulet
386450 | Zig:19   | Identified the amulet "Xedy" {Reflect +Fly rPois Dex+6 SH+3} (You found it on level 19 of a ziggurat)
386459 | Zig:19   | Got a vibrating lapis lazuli ring
386460 | Zig:19   | Identified the ring of Elynleot {Fire +Fly Str+4 Dex-4} (You found it on level 19 of a ziggurat)
386475 | Zig:19   | Got a shimmering ivory amulet
386476 | Zig:19   | Identified the amulet of the Enemy {Inacc Int+4 Dex+4} (You found it on level 19 of a ziggurat)
386560 | Zig:20   | Entered Level 20 of a ziggurat
386560 | Zig:20   | Noticed Uneukibb the pandemonium lord
386560 | Zig:20   | Noticed Kiofuze Kous the pandemonium lord
386560 | Zig:20   | Noticed Dipnyaja the pandemonium lord
386560 | Zig:20   | Noticed Vuweison the pandemonium lord
386560 | Zig:20   | Noticed Qicedarr the pandemonium lord
386560 | Zig:20   | Noticed Ufal the pandemonium lord
386560 | Zig:20   | Noticed Opnonil the pandemonium lord
386560 | Zig:20   | Noticed Jumaof the pandemonium lord
386560 | Zig:20   | Noticed Isuc Mum the pandemonium lord
386560 | Zig:20   | Noticed Ruvus the pandemonium lord
386560 | Zig:20   | Noticed Gatioh the pandemonium lord
386560 | Zig:20   | Noticed Xawuth the pandemonium lord
386560 | Zig:20   | Noticed Qujye the pandemonium lord
386560 | Zig:20   | Noticed Tomolim the pandemonium lord
386560 | Zig:20   | Noticed Bimp the pandemonium lord
386560 | Zig:20   | Noticed Gekofa Goir the pandemonium lord
386560 | Zig:20   | Noticed Rikyw the pandemonium lord
386560 | Zig:20   | Noticed Japlics the pandemonium lord
386560 | Zig:20   | Noticed Cuif the pandemonium lord
386560 | Zig:20   | Noticed Ecvaebli the pandemonium lord
386560 | Zig:20   | Noticed Mawaptin the pandemonium lord
386562 | Zig:20   | Noticed Xyilox the pandemonium lord
386562 | Zig:20   | Noticed Quoqioto the pandemonium lord
386562 | Zig:20   | Noticed Ismatoch the pandemonium lord
386562 | Zig:20   | Noticed Riwkekko the pandemonium lord
386563 | Zig:20   | Noticed Ysungele the pandemonium lord
386563 | Zig:20   | Noticed Qanuh the pandemonium lord
386563 | Zig:20   | Noticed Gejagira the pandemonium lord
386564 | Zig:20   | Noticed Niba Ops the pandemonium lord
386564 | Zig:20   | Noticed Vikk the pandemonium lord
386564 | Zig:20   | Noticed Beibypn the pandemonium lord
386564 | Zig:20   | Killed Bimp the pandemonium lord
386564 | Zig:20   | Killed Mawaptin the pandemonium lord
386564 | Zig:20   | Killed Qujye the pandemonium lord
386564 | Zig:20   | Killed Tomolim the pandemonium lord
386564 | Zig:20   | Killed Ecvaebli the pandemonium lord
386565 | Zig:20   | Noticed Mulal the pandemonium lord
386565 | Zig:20   | Noticed Ucoamuca the pandemonium lord
386565 | Zig:20   | Killed Qicedarr the pandemonium lord
386565 | Zig:20   | Killed Japlics the pandemonium lord
386565 | Zig:20   | Killed Isuc Mum the pandemonium lord
386565 | Zig:20   | Killed Kiofuze Kous the pandemonium lord
386566 | Zig:20   | Noticed Peiziaru the pandemonium lord
386566 | Zig:20   | Killed Rikyw the pandemonium lord
386566 | Zig:20   | Killed Opnonil the pandemonium lord
386566 | Zig:20   | Killed Riwkekko the pandemonium lord
386567 | Zig:20   | Noticed Xoiph the pandemonium lord
386567 | Zig:20   | Noticed Fasilo the pandemonium lord
386567 | Zig:20   | Noticed Hailolol the pandemonium lord
386567 | Zig:20   | Noticed Pogyus Haez the pandemonium lord
386567 | Zig:20   | Noticed Geoproug the pandemonium lord
386567 | Zig:20   | Noticed Ura Toto the pandemonium lord
386568 | Zig:20   | Noticed Bifah the pandemonium lord
386570 | Zig:20   | Killed Gatioh the pandemonium lord
386572 | Zig:20   | Noticed Eblob the pandemonium lord
386572 | Zig:20   | Killed Ruvus the pandemonium lord
386572 | Zig:20   | Killed Ufal the pandemonium lord
386572 | Zig:20   | Killed Dipnyaja the pandemonium lord
386572 | Zig:20   | Killed Hailolol the pandemonium lord
386572 | Zig:20   | Killed Pogyus Haez the pandemonium lord
386572 | Zig:20   | Killed Qanuh the pandemonium lord
386572 | Zig:20   | Killed Gekofa Goir the pandemonium lord
386572 | Zig:20   | Killed Quoqioto the pandemonium lord
386572 | Zig:20   | Killed Ysungele the pandemonium lord
386574 | Zig:20   | Killed Xyilox the pandemonium lord
386575 | Zig:20   | Noticed Cutuz the pandemonium lord
386575 | Zig:20   | Noticed Ithrach the pandemonium lord
386575 | Zig:20   | Killed Vikk the pandemonium lord
386575 | Zig:20   | Killed Beibypn the pandemonium lord
386575 | Zig:20   | Killed Niba Ops the pandemonium lord
386576 | Zig:20   | Noticed Iphido Diest the pandemonium lord
386577 | Zig:20   | Noticed Agaselev the pandemonium lord
386577 | Zig:20   | Noticed Eraecack the pandemonium lord
386577 | Zig:20   | Killed Ura Toto the pandemonium lord
386577 | Zig:20   | Killed Cuif the pandemonium lord
386578 | Zig:20   | Noticed Sautol the pandemonium lord
386578 | Zig:20   | Noticed Pud Qutwa the pandemonium lord
386578 | Zig:20   | Noticed Woffeehe the pandemonium lord
386578 | Zig:20   | Killed Vuweison the pandemonium lord
386578 | Zig:20   | Killed Geoproug the pandemonium lord
386578 | Zig:20   | Killed Peiziaru the pandemonium lord
386578 | Zig:20   | Killed Xoiph the pandemonium lord
386578 | Zig:20   | Killed Cutuz the pandemonium lord
386579 | Zig:20   | Noticed Wedauff the pandemonium lord
386579 | Zig:20   | Noticed Suledyh the pandemonium lord
386579 | Zig:20   | Noticed Lathaep the pandemonium lord
386579 | Zig:20   | Killed Xawuth the pandemonium lord
386579 | Zig:20   | Killed Fasilo the pandemonium lord
386579 | Zig:20   | Killed Iphido Diest the pandemonium lord
386580 | Zig:20   | Noticed Xaradgh the pandemonium lord
386580 | Zig:20   | Noticed Ruacs the pandemonium lord
386580 | Zig:20   | Noticed Cuatogou the pandemonium lord
386580 | Zig:20   | Noticed Lualoake the pandemonium lord
386580 | Zig:20   | Noticed Noppony the pandemonium lord
386581 | Zig:20   | Noticed Husaff the pandemonium lord
386581 | Zig:20   | Noticed Juoguh the pandemonium lord
386581 | Zig:20   | Killed Ismatoch the pandemonium lord
386581 | Zig:20   | Killed Pud Qutwa the pandemonium lord
386581 | Zig:20   | Killed Eblob the pandemonium lord
386581 | Zig:20   | Killed Cuatogou the pandemonium lord
386582 | Zig:20   | Noticed Veryileb the pandemonium lord
386582 | Zig:20   | Noticed Dinimo the pandemonium lord
386582 | Zig:20   | Noticed Yskacism the pandemonium lord
386583 | Zig:20   | Noticed Ykosch the pandemonium lord
386583 | Zig:20   | Killed Woffeehe the pandemonium lord
386583 | Zig:20   | Killed Sautol the pandemonium lord
386583 | Zig:20   | Killed Eraecack the pandemonium lord
386584 | Zig:20   | Noticed Bonosko the pandemonium lord
386584 | Zig:20   | Noticed Jiruq the pandemonium lord
386585 | Zig:20   | Noticed Xebbuvor the pandemonium lord
386585 | Zig:20   | Noticed Suew the pandemonium lord
386585 | Zig:20   | Killed Xebbuvor the pandemonium lord
386585 | Zig:20   | Killed Noppony the pandemonium lord
386585 | Zig:20   | Killed Gejagira the pandemonium lord
386585 | Zig:20   | Killed Ucoamuca the pandemonium lord
386585 | Zig:20   | Killed Xaradgh the pandemonium lord
386585 | Zig:20   | Killed Nedwagur the pandemonium lord
386586 | Zig:20   | Noticed Nunwiyle the pandemonium lord
386587 | Zig:20   | Noticed Suneurr the pandemonium lord
386587 | Zig:20   | Noticed Erelaini the pandemonium lord
386587 | Zig:20   | Noticed Haatsiaj the pandemonium lord
386587 | Zig:20   | Noticed Fivveejo the pandemonium lord
386587 | Zig:20   | Noticed Raacimuf the pandemonium lord
386587 | Zig:20   | Noticed Detizosani the pandemonium lord
386587 | Zig:20   | Noticed Animm the pandemonium lord
386587 | Zig:20   | Noticed Vomecw the pandemonium lord
386587 | Zig:20   | Noticed Luleid the pandemonium lord
386587 | Zig:20   | Killed Jiruq the pandemonium lord
386587 | Zig:20   | Killed Ruacs the pandemonium lord
386587 | Zig:20   | Killed Ithrach the pandemonium lord
386587 | Zig:20   | Killed Uneukibb the pandemonium lord
386587 | Zig:20   | Killed Animm the pandemonium lord
386587 | Zig:20   | Killed Dinimo the pandemonium lord
386587 | Zig:20   | Killed Bifah the pandemonium lord
386588 | Zig:20   | Noticed Ges Lirch the pandemonium lord
386588 | Zig:20   | Killed Husaff the pandemonium lord
386588 | Zig:20   | Killed Lualoake the pandemonium lord
386589 | Zig:20   | Noticed Xorgh the pandemonium lord
386589 | Zig:20   | Noticed Qegec the pandemonium lord
386589 | Zig:20   | Noticed Copi the pandemonium lord
386590 | Zig:20   | Noticed Sailacug the pandemonium lord
386590 | Zig:20   | Noticed Kybamad the pandemonium lord
386591 | Zig:20   | Killed Lathaep the pandemonium lord
386591 | Zig:20   | Killed Bonosko the pandemonium lord
386591 | Zig:20   | Killed Erelaini the pandemonium lord
386591 | Zig:20   | Killed Suew the pandemonium lord
386592 | Zig:20   | Killed Nunwiyle the pandemonium lord
386593 | Zig:20   | Noticed Vexir the pandemonium lord
386594 | Zig:20   | Killed Veryileb the pandemonium lord
386594 | Zig:20   | Killed Fivveejo the pandemonium lord
386595 | Zig:20   | Killed Mulal the pandemonium lord
386595 | Zig:20   | Killed Jumaof the pandemonium lord
386595 | Zig:20   | Killed Suneurr the pandemonium lord
386595 | Zig:20   | Killed Wedauff the pandemonium lord
386595 | Zig:20   | Killed Juoguh the pandemonium lord
386595 | Zig:20   | Killed Yskacism the pandemonium lord
386595 | Zig:20   | Killed Ges Lirch the pandemonium lord
386596 | Zig:20   | Noticed Focrar the pandemonium lord
386596 | Zig:20   | Noticed Diazonlo the pandemonium lord
386596 | Zig:20   | Noticed Ydwaupp the pandemonium lord
386596 | Zig:20   | Killed Vomecw the pandemonium lord
386596 | Zig:20   | Killed Qegec the pandemonium lord
386596 | Zig:20   | Killed Vexir the pandemonium lord
386596 | Zig:20   | Killed Suledyh the pandemonium lord
386596 | Zig:20   | Killed Haatsiaj the pandemonium lord
386596 | Zig:20   | Killed Raacimuf the pandemonium lord
386597 | Zig:20   | Noticed Hudgh the pandemonium lord
386598 | Zig:20   | Noticed Merryhos the pandemonium lord
386598 | Zig:20   | Noticed Horyc the pandemonium lord
386598 | Zig:20   | Noticed Geshruzxe the pandemonium lord
386598 | Zig:20   | Noticed Capruffi the pandemonium lord
386599 | Zig:20   | Killed Xorgh the pandemonium lord
386599 | Zig:20   | Killed Agaselev the pandemonium lord
386599 | Zig:20   | Killed Osunuv the pandemonium lord
386599 | Zig:20   | Killed Gipneh the pandemonium lord
386600 | Zig:20   | Noticed Heko the pandemonium lord
386600 | Zig:20   | Noticed Hoptih the pandemonium lord
386600 | Zig:20   | Noticed Jucenn the pandemonium lord
386601 | Zig:20   | Noticed Eruh the pandemonium lord
386601 | Zig:20   | Noticed Nufodd the pandemonium lord
386601 | Zig:20   | Noticed Icvaviq the pandemonium lord
386602 | Zig:20   | Noticed Niaduly the pandemonium lord
386602 | Zig:20   | Noticed Neibbun the pandemonium lord
386602 | Zig:20   | Noticed Ifruotta the pandemonium lord
386602 | Zig:20   | Killed Icvaviq the pandemonium lord
386602 | Zig:20   | Killed Sailacug the pandemonium lord
386602 | Zig:20   | Killed Ykosch the pandemonium lord
386603 | Zig:20   | Noticed Rehecvi the pandemonium lord
386603 | Zig:20   | Killed Hudgh the pandemonium lord
386603 | Zig:20   | Killed Eruh the pandemonium lord
386603 | Zig:20   | Killed Horyc the pandemonium lord
386603 | Zig:20   | Killed Hoptih the pandemonium lord
386605 | Zig:20   | Noticed Jeut the pandemonium lord
386606 | Zig:20   | Noticed Wimywen the pandemonium lord
386606 | Zig:20   | Noticed Yloqan the pandemonium lord
386607 | Zig:20   | Noticed Kujyxel the pandemonium lord
386607 | Zig:20   | Killed Heko the pandemonium lord
386608 | Zig:20   | Killed Neibbun the pandemonium lord
386609 | Zig:20   | Noticed Diawk the pandemonium lord
386612 | Zig:20   | Killed Ifruotta the pandemonium lord
386614 | Zig:20   | Noticed Ylamupn the pandemonium lord
386614 | Zig:20   | Noticed Hefublis the pandemonium lord
386614 | Zig:20   | Noticed Buleadigh the pandemonium lord
386615 | Zig:20   | Killed Capruffi the pandemonium lord
386615 | Zig:20   | Killed Buleadigh the pandemonium lord
386615 | Zig:20   | Killed Ydwaupp the pandemonium lord
386615 | Zig:20   | Killed Yloqan the pandemonium lord
386615 | Zig:20   | Killed Copi the pandemonium lord
386615 | Zig:20   | Killed Merryhos the pandemonium lord
386616 | Zig:20   | Noticed Lurary the pandemonium lord
386616 | Zig:20   | Noticed Peqe the pandemonium lord
386617 | Zig:20   | Noticed Zyunu the pandemonium lord
386617 | Zig:20   | Killed Ylamupn the pandemonium lord
386617 | Zig:20   | Killed Wimywen the pandemonium lord
386617 | Zig:20   | Killed Dumuxkeall the pandemonium lord
386617 | Zig:20   | Killed Geshruzxe the pandemonium lord
386617 | Zig:20   | Killed Focrar the pandemonium lord
386617 | Zig:20   | Killed Diazonlo the pandemonium lord
386617 | Zig:20   | Killed Detizosani the pandemonium lord
386617 | Zig:20   | Killed Niaduly the pandemonium lord
386617 | Zig:20   | Killed Rehecvi the pandemonium lord
386618 | Zig:20   | Killed Diawk the pandemonium lord
386619 | Zig:20   | Killed Zyunu the pandemonium lord
386619 | Zig:20   | Killed Bestro the pandemonium lord
386619 | Zig:20   | Killed Lurary the pandemonium lord
386619 | Zig:20   | Killed Jucenn the pandemonium lord
386619 | Zig:20   | Killed Nufodd the pandemonium lord
386621 | Zig:20   | Killed Peqe the pandemonium lord
386622 | Zig:20   | Noticed Ofakaf the pandemonium lord
386622 | Zig:20   | Killed Kujyxel the pandemonium lord
386623 | Zig:20   | Noticed Ana Xiy the pandemonium lord
386623 | Zig:20   | Noticed Cajiep the pandemonium lord
386624 | Zig:20   | Noticed Xeaj the pandemonium lord
386625 | Zig:20   | Noticed Axkots the pandemonium lord
386625 | Zig:20   | Noticed Worchil the pandemonium lord
386625 | Zig:20   | Noticed Isonod the pandemonium lord
386625 | Zig:20   | Killed Worchil the pandemonium lord
386625 | Zig:20   | Killed Isonod the pandemonium lord
386625 | Zig:20   | Killed Luleid the pandemonium lord
386625 | Zig:20   | Killed Jeut the pandemonium lord
386625 | Zig:20   | Killed Cajiep the pandemonium lord
386625 | Zig:20   | Killed Riqulow the pandemonium lord
386625 | Zig:20   | Killed Huimp the pandemonium lord
386626 | Zig:20   | Noticed Cucseg the pandemonium lord
386627 | Zig:20   | Noticed Wenilu the pandemonium lord
386627 | Zig:20   | Killed Axkots the pandemonium lord
386627 | Zig:20   | Killed Rureirch the pandemonium lord
386627 | Zig:20   | Killed Fidexzoi the pandemonium lord
386629 | Zig:20   | Noticed Qumoag the pandemonium lord
386629 | Zig:20   | Killed Hefublis the pandemonium lord
386629 | Zig:20   | Killed Dolog the pandemonium lord
386629 | Zig:20   | Killed Ana Xiy the pandemonium lord
386631 | Zig:20   | Noticed Ceuc the pandemonium lord
386631 | Zig:20   | Killed Ceuc the pandemonium lord
386631 | Zig:20   | Killed Xeaj the pandemonium lord
386631 | Zig:20   | Killed Qumoag the pandemonium lord
386631 | Zig:20   | Killed Ofakaf the pandemonium lord
386632 | Zig:20   | Killed Rewnue the pandemonium lord
386632 | Zig:20   | Killed Ojeamp the pandemonium lord
386632 | Zig:20   | Killed Gocicots the pandemonium lord
386634 | Zig:20   | Killed Cucseg the pandemonium lord
386635 | Zig:20   | Noticed Gyxi the pandemonium lord
386636 | Zig:20   | Killed Tougozog the pandemonium lord
386636 | Zig:20   | Killed Gipan the pandemonium lord
386636 | Zig:20   | Killed Wenilu the pandemonium lord
386636 | Zig:20   | Killed Ciagia the pandemonium lord
386637 | Zig:20   | Noticed Zophiexu the pandemonium lord
386637 | Zig:20   | Killed Joov Qupn the pandemonium lord
386637 | Zig:20   | Killed Gyxi the pandemonium lord
386637 | Zig:20   | Killed Uduha the pandemonium lord
386639 | Zig:20   | Killed Vappoon the pandemonium lord
386639 | Zig:20   | Killed Zophiexu the pandemonium lord
386639 | Zig:20   | Killed Fatiux the pandemonium lord
386640 | Zig:20   | Noticed Tureo the pandemonium lord
386641 | Zig:20   | Noticed Yblasaghon the pandemonium lord
386641 | Zig:20   | Killed Woropol the pandemonium lord
386643 | Zig:20   | Noticed Camun the pandemonium lord
386643 | Zig:20   | Killed Tureo the pandemonium lord
386643 | Zig:20   | Killed Wyllyvedgh the pandemonium lord
386643 | Zig:20   | Killed Camun the pandemonium lord
386643 | Zig:20   | Killed Nopov the pandemonium lord
386647 | Zig:20   | Noticed Wugashru the pandemonium lord
386647 | Zig:20   | Noticed Oqufamyo the pandemonium lord
386648 | Zig:20   | Noticed Ynkiuma the pandemonium lord
386648 | Zig:20   | Noticed Myecimn the pandemonium lord
386648 | Zig:20   | Noticed Weoghow the pandemonium lord
386648 | Zig:20   | Noticed Wassief the pandemonium lord
386649 | Zig:20   | Killed Yblasaghon the pandemonium lord
386649 | Zig:20   | Killed Kybamad the pandemonium lord
386649 | Zig:20   | Killed Weoghow the pandemonium lord
386650 | Zig:20   | Noticed Adoibeum the pandemonium lord
386652 | Zig:20   | Killed Wassief the pandemonium lord
386652 | Zig:20   | Killed Oqufamyo the pandemonium lord
386652 | Zig:20   | Killed Myecimn the pandemonium lord
386656 | Zig:20   | Noticed Enuz the pandemonium lord
386656 | Zig:20   | Killed Ynkiuma the pandemonium lord
386657 | Zig:20   | Noticed Yji Qiam the pandemonium lord
386660 | Zig:20   | Killed Yji Qiam the pandemonium lord
386661 | Zig:20   | Noticed Erabi the pandemonium lord
386664 | Zig:20   | Noticed Naylulynt the pandemonium lord
386664 | Zig:20   | Killed Wugashru the pandemonium lord
386664 | Zig:20   | Killed Ositur the pandemonium lord
386666 | Zig:20   | Killed Erabi the pandemonium lord
386666 | Zig:20   | Killed Naylulynt the pandemonium lord
386666 | Zig:20   | Killed Jinohud the pandemonium lord
386667 | Zig:20   | Killed Adoibeum the pandemonium lord
386668 | Zig:20   | Noticed Ymmoucs the pandemonium lord
386668 | Zig:20   | Noticed Imodin the pandemonium lord
386670 | Zig:20   | Killed Enuz the pandemonium lord
386672 | Zig:20   | Noticed Umidgh the pandemonium lord
386674 | Zig:20   | Noticed Vahi Bei the pandemonium lord
386675 | Zig:20   | Noticed Doopheips the pandemonium lord
386676 | Zig:20   | Killed Imodin the pandemonium lord
386676 | Zig:20   | Killed Ymmoucs the pandemonium lord
386677 | Zig:20   | Noticed Zuuduat the pandemonium lord
386677 | Zig:20   | Noticed Qokiysul the pandemonium lord
386677 | Zig:20   | Killed Ziniorpho the pandemonium lord
386677 | Zig:20   | Killed Umidgh the pandemonium lord
386677 | Zig:20   | Killed Qokiysul the pandemonium lord
386679 | Zig:20   | Noticed Foisetei the pandemonium lord
386680 | Zig:20   | Killed Doopheips the pandemonium lord
386681 | Zig:20   | Killed Zuuduat the pandemonium lord
386681 | Zig:20   | Killed Vahi Bei the pandemonium lord
386681 | Zig:20   | Killed Foisetei the pandemonium lord
386684 | Zig:20   | Noticed Uckubb Duad the pandemonium lord
386689 | Zig:20   | Killed Uckubb Duad the pandemonium lord
386768 | Zig:20   | Got a smoking platinum ring
386769 | Zig:20   | Identified the ring of Rag Cuss {Ice rPois rN+ Str-3} (You found it on level 20 of a ziggurat)
386945 | Zig:20   | Identified Facsu's Catalogue of Blistering Dislocation
386964 | Zig:21   | Entered Level 21 of a ziggurat
387030 | Zig:21   | Got a glittering lapis lazuli ring
387032 | Zig:21   | Identified the ring of the Median {rElec rF+ rN+ MR+ Int+3} (You found it on level 21 of a ziggurat)
387035 | Zig:21   | Got a crude brass ring
387037 | Zig:21   | Identified the ring of Atidaf {rElec Int+4 Dex+4 Stlth+} (You found it on level 21 of a ziggurat)
387251 | Zig:22   | Entered Level 22 of a ziggurat
387408 | Zig:22   | Got a fine silver ring
387412 | Zig:22   | Identified the ring "Wofrenk" {rElec rN+} (You found it on level 22 of a ziggurat)
387428 | Zig:22   | Got a flickering platinum ring
387436 | Zig:22   | Got a sparkling turquoise ring
387437 | Zig:22   | Identified the ring "Heumiu" {rPois rN+ Str+2 SInv} (You found it on level 22 of a ziggurat)
387440 | Zig:22   | Identified the ring of Equilibrium {*Tele +Inv rF+ Stlth+} (You found it on level 22 of a ziggurat)
387528 | Zig:22   | Identified the Collected Works on the Creative Glacier
387564 | Zig:22   | Identified the +14 crystal plate armour "Semn" {MR+ Regen+ Str-3} (You found it on level 22 of a ziggurat)
387592 | Zig:23   | Entered Level 23 of a ziggurat
387640 | Zig:23   | Identified the +0 pair of gloves of the Gloaming {rElec} (You found it on level 23 of a ziggurat)
387645 | Zig:23   | Got a glittering tin ring
387647 | Zig:23   | Identified the ring of Ojasuolops {Fire rN+ MR++ Stlth-} (You found it on level 23 of a ziggurat)
387670 | Zig:23   | Got a glittering pewter ring
387671 | Zig:23   | Identified the ring of Gasm {Ice +Blink MR- Slay+2} (You found it on level 23 of a ziggurat)
387675 | Zig:23   | Got a brightly glowing bronze ring
387678 | Zig:23   | Got a smoking platinum amulet
387679 | Zig:23   | Identified the ring of Spite {rC+ Int+9} (You found it on level 23 of a ziggurat)
387680 | Zig:23   | Identified the amulet "Unept" {Inacc rElec rF+++ MR+ Stlth-} (You found it on level 23 of a ziggurat)
387711 | Zig:23   | Identified the +1 cloak "Ulibluru" {MR+ Str+3} (You found it on level 23 of a ziggurat)
387716 | Zig:23   | Got a wavering copper ring
387718 | Zig:23   | Identified the ring of Xisocuafus {rN+ EV+4} (You found it on level 23 of a ziggurat)
387727 | Zig:23   | Identified Ranevea Ujet's Catalogue of Entrancing Clay
387826 | Zig:23   | Identified the Collected Works on Ashen Beguiling
387842 | Zig:24   | Entered Level 24 of a ziggurat
387890 | Zig:24   | Got a warped jade amulet
387891 | Zig:24   | Identified the amulet "Wokuz" {+Rage rF+} (You found it on level 24 of a ziggurat)
387955 | Zig:24   | Got a crude amber ring
387956 | Zig:24   | Identified the ring "Vogg" {rPois rN+ Str-3 Int+2} (You found it on level 24 of a ziggurat)
388044 | Zig:24   | Identified the +0 pair of gloves "Uckuanue" {rPois Int+4 Dex+4} (You found it on level 24 of a ziggurat)
388062 | Zig:25   | Entered Level 25 of a ziggurat
388108 | Zig:25   | Identified the Collected Works on Sinister Arcane Weapons
388114 | Zig:25   | Got a clouded zirconium amulet
388115 | Zig:25   | Identified the amulet "Vaomi" {Inacc rElec rF+ rN+} (You found it on level 25 of a ziggurat)
388119 | Zig:25   | Got a slimy glass ring
388120 | Zig:25   | Identified the ring "Dias" {rF+ EV+2 Int+2} (You found it on level 25 of a ziggurat)
388178 | Zig:25   | Got a clouded ivory ring
388180 | Zig:25   | Identified the ring "Qionkinn" {AC+4 SInv} (You found it on level 25 of a ziggurat)
388195 | Zig:25   | Got a brightly glowing glass ring
388196 | Zig:25   | Identified the ring "Kerocaim" {Ice +Blink} (You found it on level 25 of a ziggurat)
388305 | Zig:25   | Identified the Reference Book on Dark Rites and Execration
388366 | Zig:26   | Entered Level 26 of a ziggurat
388366 | Zig:26   | Noticed an orb of fire
388366 | Zig:26   | Noticed an orb of fire
388366 | Zig:26   | Noticed an orb of fire
388366 | Zig:26   | Noticed an orb of fire
388366 | Zig:26   | Noticed an orb of fire
388366 | Zig:26   | Noticed an orb of fire
388366 | Zig:26   | Noticed an orb of fire
388366 | Zig:26   | Noticed an orb of fire
388366 | Zig:26   | Noticed an orb of fire
388366 | Zig:26   | Noticed an orb of fire
388366 | Zig:26   | Noticed an orb of fire
388372 | Zig:26   | Noticed an orb of fire
388373 | Zig:26   | Killed an orb of fire
388375 | Zig:26   | Noticed an orb of fire
388375 | Zig:26   | Noticed an orb of fire
388375 | Zig:26   | Killed an orb of fire
388376 | Zig:26   | Noticed an orb of fire
388376 | Zig:26   | Killed an orb of fire
388377 | Zig:26   | Killed an orb of fire
388378 | Zig:26   | Killed an orb of fire
388379 | Zig:26   | Noticed an orb of fire
388384 | Zig:26   | Killed an orb of fire
388386 | Zig:26   | Noticed an orb of fire
388387 | Zig:26   | Killed an orb of fire
388389 | Zig:26   | Noticed an orb of fire
388389 | Zig:26   | Killed an orb of fire
388390 | Zig:26   | Noticed an orb of fire
388391 | Zig:26   | Noticed an orb of fire
388391 | Zig:26   | Killed an orb of fire
388393 | Zig:26   | Killed an orb of fire
388395 | Zig:26   | Noticed an orb of fire
388395 | Zig:26   | Killed an orb of fire
388396 | Zig:26   | Noticed an orb of fire
388398 | Zig:26   | Killed an orb of fire
388405 | Zig:26   | Killed an orb of fire
388407 | Zig:26   | Noticed an orb of fire
388407 | Zig:26   | Noticed an orb of fire
388409 | Zig:26   | Killed an orb of fire
388410 | Zig:26   | Noticed an orb of fire
388413 | Zig:26   | Killed an orb of fire
388414 | Zig:26   | Killed an orb of fire
388416 | Zig:26   | Killed an orb of fire
388418 | Zig:26   | Killed an orb of fire
388419 | Zig:26   | Noticed an orb of fire
388420 | Zig:26   | Noticed an orb of fire
388422 | Zig:26   | Noticed an orb of fire
388423 | Zig:26   | Killed an orb of fire
388427 | Zig:26   | Killed an orb of fire
388429 | Zig:26   | Killed an orb of fire
388430 | Zig:26   | Killed an orb of fire
388434 | Zig:26   | Noticed an orb of fire
388434 | Zig:26   | Noticed an orb of fire
388434 | Zig:26   | Noticed an orb of fire
388434 | Zig:26   | Killed an orb of fire
388435 | Zig:26   | Noticed an orb of fire
388435 | Zig:26   | Noticed an orb of fire
388435 | Zig:26   | Noticed an orb of fire
388435 | Zig:26   | Noticed an orb of fire
388435 | Zig:26   | Noticed an orb of fire
388439 | Zig:26   | Noticed an orb of fire
388439 | Zig:26   | Killed an orb of fire
388439 | Zig:26   | Killed an orb of fire
388440 | Zig:26   | Noticed an orb of fire
388445 | Zig:26   | Noticed an orb of fire
388446 | Zig:26   | Noticed an orb of fire
388448 | Zig:26   | Noticed an orb of fire
388450 | Zig:26   | Killed an orb of fire
388450 | Zig:26   | Killed an orb of fire
388451 | Zig:26   | Killed an orb of fire
388452 | Zig:26   | Noticed an orb of fire
388452 | Zig:26   | Killed an orb of fire
388453 | Zig:26   | Noticed an orb of fire
388454 | Zig:26   | Noticed an orb of fire
388455 | Zig:26   | Noticed an orb of fire
388455 | Zig:26   | Noticed an orb of fire
388455 | Zig:26   | Noticed an orb of fire
388456 | Zig:26   | Noticed an orb of fire
388456 | Zig:26   | Noticed an orb of fire
388456 | Zig:26   | Killed an orb of fire
388457 | Zig:26   | Noticed an orb of fire
388457 | Zig:26   | Noticed an orb of fire
388457 | Zig:26   | Noticed an orb of fire
388460 | Zig:26   | Killed an orb of fire
388461 | Zig:26   | Killed an orb of fire
388463 | Zig:26   | Killed an orb of fire
388464 | Zig:26   | Noticed an orb of fire
388465 | Zig:26   | Noticed an orb of fire
388465 | Zig:26   | Killed an orb of fire
388469 | Zig:26   | Noticed an orb of fire
388469 | Zig:26   | Noticed an orb of fire
388470 | Zig:26   | Noticed an orb of fire
388470 | Zig:26   | Noticed an orb of fire
388472 | Zig:26   | Killed an orb of fire
388472 | Zig:26   | Killed an orb of fire
388472 | Zig:26   | Killed an orb of fire
388474 | Zig:26   | Noticed an orb of fire
388475 | Zig:26   | Killed an orb of fire
388476 | Zig:26   | Noticed an orb of fire
388476 | Zig:26   | Noticed an orb of fire
388477 | Zig:26   | Noticed an orb of fire
388477 | Zig:26   | Noticed an orb of fire
388477 | Zig:26   | Noticed an orb of fire
388477 | Zig:26   | Noticed an orb of fire
388477 | Zig:26   | Noticed an orb of fire
388484 | Zig:26   | Killed an orb of fire
388485 | Zig:26   | Killed an orb of fire
388488 | Zig:26   | Killed an orb of fire
388488 | Zig:26   | Killed an orb of fire
388488 | Zig:26   | Killed an orb of fire
388492 | Zig:26   | Killed an orb of fire
388493 | Zig:26   | Noticed an orb of fire
388504 | Zig:26   | Noticed an orb of fire
388504 | Zig:26   | Killed an orb of fire
388505 | Zig:26   | Killed an orb of fire
388505 | Zig:26   | Killed an orb of fire
388505 | Zig:26   | Killed an orb of fire
388506 | Zig:26   | Killed an orb of fire
388508 | Zig:26   | Killed an orb of fire
388508 | Zig:26   | Killed an orb of fire
388508 | Zig:26   | Killed an orb of fire
388512 | Zig:26   | Noticed an orb of fire
388512 | Zig:26   | Killed an orb of fire
388513 | Zig:26   | Killed an orb of fire
388514 | Zig:26   | Killed an orb of fire
388514 | Zig:26   | Killed an orb of fire
388515 | Zig:26   | Killed an orb of fire
388518 | Zig:26   | Noticed an orb of fire
388520 | Zig:26   | Noticed an orb of fire
388521 | Zig:26   | Noticed an orb of fire
388521 | Zig:26   | Noticed an orb of fire
388521 | Zig:26   | Noticed an orb of fire
388523 | Zig:26   | Killed an orb of fire
388523 | Zig:26   | Killed an orb of fire
388524 | Zig:26   | Killed an orb of fire
388526 | Zig:26   | Killed an orb of fire
388526 | Zig:26   | Killed an orb of fire
388527 | Zig:26   | Noticed an orb of fire
388527 | Zig:26   | Killed an orb of fire
388528 | Zig:26   | Noticed an orb of fire
388528 | Zig:26   | Noticed an orb of fire
388528 | Zig:26   | Noticed an orb of fire
388529 | Zig:26   | Noticed an orb of fire
388530 | Zig:26   | Noticed an orb of fire
388530 | Zig:26   | Noticed an orb of fire
388531 | Zig:26   | Noticed an orb of fire
388535 | Zig:26   | Noticed an orb of fire
388536 | Zig:26   | Noticed an orb of fire
388536 | Zig:26   | Noticed an orb of fire
388537 | Zig:26   | Noticed an orb of fire
388539 | Zig:26   | Killed an orb of fire
388539 | Zig:26   | Killed an orb of fire
388543 | Zig:26   | Killed an orb of fire
388543 | Zig:26   | Killed an orb of fire
388543 | Zig:26   | Killed an orb of fire
388546 | Zig:26   | Killed an orb of fire
388552 | Zig:26   | Killed an orb of fire
388554 | Zig:26   | Noticed an orb of fire
388556 | Zig:26   | Killed an orb of fire
388559 | Zig:26   | Killed an orb of fire
388560 | Zig:26   | Killed an orb of fire
388561 | Zig:26   | Killed an orb of fire
388563 | Zig:26   | Killed an orb of fire
388564 | Zig:26   | Killed an orb of fire
388564 | Zig:26   | Killed an orb of fire
388565 | Zig:26   | Killed an orb of fire
388565 | Zig:26   | Killed an orb of fire
388572 | Zig:26   | Killed an orb of fire
388576 | Zig:26   | Killed an orb of fire
388578 | Zig:26   | Noticed an orb of fire
388580 | Zig:26   | Killed an orb of fire
388581 | Zig:26   | Killed an orb of fire
388582 | Zig:26   | Noticed an orb of fire
388582 | Zig:26   | Killed an orb of fire
388582 | Zig:26   | Killed an orb of fire
388583 | Zig:26   | Noticed an orb of fire
388583 | Zig:26   | Noticed an orb of fire
388589 | Zig:26   | Noticed an orb of fire
388589 | Zig:26   | Noticed an orb of fire
388589 | Zig:26   | Killed an orb of fire
388591 | Zig:26   | Noticed an orb of fire
388591 | Zig:26   | Noticed an orb of fire
388591 | Zig:26   | Killed an orb of fire
388592 | Zig:26   | Noticed an orb of fire
388592 | Zig:26   | Noticed an orb of fire
388593 | Zig:26   | Noticed an orb of fire
388594 | Zig:26   | Noticed an orb of fire
388594 | Zig:26   | Noticed an orb of fire
388595 | Zig:26   | Noticed an orb of fire
388595 | Zig:26   | Noticed an orb of fire
388597 | Zig:26   | Killed an orb of fire
388599 | Zig:26   | Noticed an orb of fire
388599 | Zig:26   | Noticed an orb of fire
388599 | Zig:26   | Noticed an orb of fire
388599 | Zig:26   | Noticed an orb of fire
388600 | Zig:26   | Noticed an orb of fire
388602 | Zig:26   | Killed an orb of fire
388604 | Zig:26   | Killed an orb of fire
388605 | Zig:26   | Killed an orb of fire
388611 | Zig:26   | Noticed an orb of fire
388611 | Zig:26   | Killed an orb of fire
388612 | Zig:26   | Noticed an orb of fire
388614 | Zig:26   | Killed an orb of fire
388615 | Zig:26   | Killed an orb of fire
388623 | Zig:26   | Killed an orb of fire
388628 | Zig:26   | Killed an orb of fire
388631 | Zig:26   | Killed an orb of fire
388635 | Zig:26   | Killed an orb of fire
388636 | Zig:26   | Killed an orb of fire
388637 | Zig:26   | Killed an orb of fire
388637 | Zig:26   | Killed an orb of fire
388643 | Zig:26   | Killed an orb of fire
388651 | Zig:26   | Killed an orb of fire
388652 | Zig:26   | Killed an orb of fire
388655 | Zig:26   | Killed an orb of fire
388656 | Zig:26   | Killed an orb of fire
388656 | Zig:26   | Killed an orb of fire
388657 | Zig:26   | Killed an orb of fire
388659 | Zig:26   | Killed an orb of fire
388660 | Zig:26   | Noticed an orb of fire
388661 | Zig:26   | Noticed an orb of fire
388661 | Zig:26   | Noticed an orb of fire
388661 | Zig:26   | Noticed an orb of fire
388662 | Zig:26   | Noticed an orb of fire
388662 | Zig:26   | Noticed an orb of fire
388679 | Zig:26   | Killed an orb of fire
388682 | Zig:26   | Killed an orb of fire
388686 | Zig:26   | Noticed an orb of fire
388689 | Zig:26   | Killed an orb of fire
388693 | Zig:26   | Killed an orb of fire
388700 | Zig:26   | Killed an orb of fire
388709 | Zig:26   | Killed an orb of fire
388711 | Zig:26   | Killed an orb of fire
388714 | Zig:26   | Noticed an orb of fire
388715 | Zig:26   | Noticed an orb of fire
388715 | Zig:26   | Noticed an orb of fire
388734 | Zig:26   | Killed an orb of fire
388744 | Zig:26   | Killed an orb of fire
388747 | Zig:26   | Killed an orb of fire
388753 | Zig:26   | Noticed an orb of fire
388763 | Zig:26   | Noticed an orb of fire
388772 | Zig:26   | Killed an orb of fire
388784 | Zig:26   | Killed an orb of fire
388828 | Zig:26   | Got a pitted brass ring
388832 | Zig:26   | Identified the ring of Azxysuafev {rPois Str+2} (You found it on level 26 of a ziggurat)
388851 | Zig:26   | Identified the Handbook of Creative Transmutation
388868 | Zig:26   | Got a translucent platinum ring
388869 | Zig:26   | Identified the ring "Udwifu" {rF+ Str+4 Stlth-} (You found it on level 26 of a ziggurat)
388873 | Zig:26   | Identified Mibeherch's Almanac of Execration and Contamination
388875 | Zig:26   | Got a flickering lead ring
388876 | Zig:26   | Identified the ring "Gesife" {Ice *Contam Int+2 Dex+5} (You found it on level 26 of a ziggurat)
388895 | Zig:26   | Got a scorched sapphire amulet
388896 | Zig:26   | Identified the amulet "Mighe" {Regen+ SInv} (You found it on level 26 of a ziggurat)
388924 | Zig:26   | Got an ancient steel ring
388925 | Zig:26   | Identified the ring of Plog {MP+9 Int+6} (You found it on level 26 of a ziggurat)
388933 | Zig:26   | Identified the Incunabulum of Supportive Malediction
388936 | Zig:26   | Got a transparent copper ring
388937 | Zig:26   | Identified the ring "Farry" {-Tele +Fly MR+ Str+2 Stlth+} (You found it on level 26 of a ziggurat)
389090 | Zig:27   | Entered Level 27 of a ziggurat
389090 | Zig:27   | Noticed a greater mummy
389090 | Zig:27   | Noticed a greater mummy
389090 | Zig:27   | Noticed a greater mummy
389090 | Zig:27   | Noticed a greater mummy
389090 | Zig:27   | Noticed a greater mummy
389090 | Zig:27   | Noticed a greater mummy
389090 | Zig:27   | Noticed a greater mummy
389090 | Zig:27   | Noticed a greater mummy
389090 | Zig:27   | Noticed a greater mummy
389090 | Zig:27   | Noticed a greater mummy
389090 | Zig:27   | Noticed a greater mummy
389091 | Zig:27   | Killed a greater mummy
389092 | Zig:27   | Noticed a greater mummy
389093 | Zig:27   | Killed a greater mummy
389093 | Zig:27   | Killed a greater mummy
389093 | Zig:27   | Killed a greater mummy
389093 | Zig:27   | Killed a greater mummy
389093 | Zig:27   | Killed a greater mummy
389093 | Zig:27   | Killed a greater mummy
389094 | Zig:27   | Noticed a greater mummy
389094 | Zig:27   | Killed a greater mummy
389094 | Zig:27   | Killed a greater mummy
389094 | Zig:27   | Killed a greater mummy
389095 | Zig:27   | Killed a greater mummy
389096 | Zig:27   | Noticed a greater mummy
389096 | Zig:27   | Killed a greater mummy
389097 | Zig:27   | Noticed a greater mummy
389097 | Zig:27   | Noticed a greater mummy
389097 | Zig:27   | Noticed a greater mummy
389097 | Zig:27   | Noticed a greater mummy
389097 | Zig:27   | Noticed an ancient lich
389097 | Zig:27   | Noticed a greater mummy
389098 | Zig:27   | Noticed a greater mummy
389098 | Zig:27   | Noticed a greater mummy
389098 | Zig:27   | Noticed a greater mummy
389098 | Zig:27   | Noticed a greater mummy
389098 | Zig:27   | Noticed a greater mummy
389098 | Zig:27   | Noticed a greater mummy
389100 | Zig:27   | Noticed a greater mummy
389100 | Zig:27   | Noticed a greater mummy
389101 | Zig:27   | Noticed a greater mummy
389101 | Zig:27   | Noticed a greater mummy
389101 | Zig:27   | Noticed a greater mummy
389101 | Zig:27   | Noticed a greater mummy
389101 | Zig:27   | Noticed a greater mummy
389101 | Zig:27   | Noticed a greater mummy
389101 | Zig:27   | Noticed a greater mummy
389101 | Zig:27   | Noticed a greater mummy
389101 | Zig:27   | Noticed a greater mummy
389101 | Zig:27   | Noticed a greater mummy
389101 | Zig:27   | Noticed a greater mummy
389101 | Zig:27   | Noticed a greater mummy
389101 | Zig:27   | Noticed a greater mummy
389101 | Zig:27   | Noticed a greater mummy
389101 | Zig:27   | Noticed a greater mummy
389101 | Zig:27   | Noticed a greater mummy
389101 | Zig:27   | Noticed a greater mummy
389101 | Zig:27   | Noticed a greater mummy
389101 | Zig:27   | Noticed a greater mummy
389102 | Zig:27   | Noticed a greater mummy
389102 | Zig:27   | Noticed a greater mummy
389102 | Zig:27   | Noticed a greater mummy
389102 | Zig:27   | Noticed a greater mummy
389102 | Zig:27   | Killed a greater mummy
389102 | Zig:27   | Killed a greater mummy
389102 | Zig:27   | Killed a greater mummy
389102 | Zig:27   | Killed a greater mummy
389102 | Zig:27   | Killed a greater mummy
389102 | Zig:27   | Killed a greater mummy
389102 | Zig:27   | Killed a greater mummy
389102 | Zig:27   | Killed a greater mummy
389102 | Zig:27   | Killed a greater mummy
389102 | Zig:27   | Killed a greater mummy
389102 | Zig:27   | Killed a greater mummy
389102 | Zig:27   | Killed a greater mummy
389103 | Zig:27   | Noticed a greater mummy
389103 | Zig:27   | Noticed a greater mummy
389103 | Zig:27   | Noticed a greater mummy
389103 | Zig:27   | Noticed a greater mummy
389103 | Zig:27   | Killed a greater mummy
389103 | Zig:27   | Killed a greater mummy
389104 | Zig:27   | Noticed a greater mummy
389104 | Zig:27   | Noticed a greater mummy
389104 | Zig:27   | Killed a greater mummy
389104 | Zig:27   | Killed a greater mummy
389104 | Zig:27   | Killed a greater mummy
389104 | Zig:27   | Killed a greater mummy
389104 | Zig:27   | Killed a greater mummy
389104 | Zig:27   | Killed a greater mummy
389104 | Zig:27   | Killed a greater mummy
389105 | Zig:27   | Noticed a greater mummy
389105 | Zig:27   | Noticed a greater mummy
389105 | Zig:27   | Noticed a greater mummy
389105 | Zig:27   | Killed a greater mummy
389105 | Zig:27   | Killed a greater mummy
389106 | Zig:27   | Noticed a greater mummy
389106 | Zig:27   | Noticed a greater mummy
389106 | Zig:27   | Noticed a greater mummy
389106 | Zig:27   | Noticed a greater mummy
389106 | Zig:27   | Killed a greater mummy
389106 | Zig:27   | Killed a greater mummy
389106 | Zig:27   | Killed a greater mummy
389106 | Zig:27   | Killed a greater mummy
389106 | Zig:27   | Killed a greater mummy
389106 | Zig:27   | Killed a greater mummy
389106 | Zig:27   | Killed a greater mummy
389106 | Zig:27   | Killed a greater mummy
389107 | Zig:27   | Noticed a greater mummy
389107 | Zig:27   | Noticed a greater mummy
389107 | Zig:27   | Noticed a greater mummy
389108 | Zig:27   | Noticed a greater mummy
389108 | Zig:27   | Noticed a greater mummy
389108 | Zig:27   | Noticed a greater mummy
389108 | Zig:27   | Killed a greater mummy
389108 | Zig:27   | Killed a greater mummy
389108 | Zig:27   | Killed a greater mummy
389108 | Zig:27   | Killed a greater mummy
389108 | Zig:27   | Killed a greater mummy
389108 | Zig:27   | Killed a greater mummy
389108 | Zig:27   | Killed a greater mummy
389108 | Zig:27   | Killed an ancient lich
389108 | Zig:27   | Killed a greater mummy
389108 | Zig:27   | Killed a greater mummy
389108 | Zig:27   | Killed a greater mummy
389108 | Zig:27   | Killed a greater mummy
389109 | Zig:27   | Noticed a greater mummy
389109 | Zig:27   | Noticed a greater mummy
389109 | Zig:27   | Killed a greater mummy
389110 | Zig:27   | Noticed a greater mummy
389110 | Zig:27   | Noticed a greater mummy
389110 | Zig:27   | Killed a greater mummy
389110 | Zig:27   | Killed a greater mummy
389110 | Zig:27   | Killed a greater mummy
389111 | Zig:27   | Noticed a greater mummy
389111 | Zig:27   | Noticed a greater mummy
389111 | Zig:27   | Noticed a greater mummy
389111 | Zig:27   | Noticed a greater mummy
389111 | Zig:27   | Noticed a greater mummy
389111 | Zig:27   | Noticed a greater mummy
389111 | Zig:27   | Noticed a greater mummy
389111 | Zig:27   | Killed a greater mummy
389111 | Zig:27   | Killed a greater mummy
389111 | Zig:27   | Killed a greater mummy
389111 | Zig:27   | Killed a greater mummy
389111 | Zig:27   | Killed a greater mummy
389112 | Zig:27   | Noticed a greater mummy
389112 | Zig:27   | Killed a greater mummy
389112 | Zig:27   | Killed a greater mummy
389112 | Zig:27   | Killed a greater mummy
389112 | Zig:27   | Killed a greater mummy
389112 | Zig:27   | Killed a greater mummy
389112 | Zig:27   | Killed a greater mummy
389112 | Zig:27   | Killed a greater mummy
389113 | Zig:27   | Noticed a greater mummy
389114 | Zig:27   | Killed a greater mummy
389114 | Zig:27   | Killed a greater mummy
389114 | Zig:27   | Killed a greater mummy
389114 | Zig:27   | Killed a greater mummy
389114 | Zig:27   | Killed a greater mummy
389114 | Zig:27   | Killed a greater mummy
389114 | Zig:27   | Killed a greater mummy
389114 | Zig:27   | Killed a greater mummy
389114 | Zig:27   | Killed a greater mummy
389116 | Zig:27   | Killed a greater mummy
389116 | Zig:27   | Killed a greater mummy
389118 | Zig:27   | Killed a greater mummy
389131 | Zig:27   | Got a vibrating copper ring
389133 | Zig:27   | Identified the ring of the Final Chapter {Fire Dex+9} (You found it on level 27 of a ziggurat)
389139 | Zig:27   | Got a twitching lead ring
389141 | Zig:27   | Identified the ring "Iwosigi" {rElec rC+ rN++ Dex+4 SInv} (You found it on level 27 of a ziggurat)
389148 | Zig:27   | Identified Sif Muna's Incunabulum of Torrid Boosts
389163 | Zig:27   | Got a shimmering sapphire amulet
389164 | Zig:27   | Identified the amulet "Beulu" {Reflect rC+ Str+4 SH+4} (You found it on level 27 of a ziggurat)
389184 | Zig:27   | Got a flickering copper amulet
389185 | Zig:27   | Identified the amulet "Raer" {Faith +Blink rN+} (You found it on level 27 of a ziggurat)
389205 | Zig:27   | Got a transparent amber ring
389206 | Zig:27   | Identified the ring of Huutukk {rCorr Str+3} (You found it on level 27 of a ziggurat)
389250 | Zig:27   | Identified the cursed +1 gold dragon scales "Deaxakk" {+Inv +Fly rElec rPois rF+ rC+} (You found it on level 27 of a ziggurat)
389335 | Depths:2 | Identified the +1 pair of gloves of Liberty {+Blink} (You acquired it on level 2 of the Depths)
389336 | Depths:2 | Identified the +0 pair of gloves of the Gastropod {rF+ rC+ SInv} (You acquired it on level 2 of the Depths)
389337 | Depths:2 | Identified the +0 hat of Inference {rPois rC- Int+7} (You acquired it on level 2 of the Depths)
389386 | Zig:1    | Entered Level 1 of a ziggurat
389386 | Zig:1    | Noticed Monap the pandemonium lord
389386 | Zig:1    | Noticed Zauwk the pandemonium lord
389386 | Zig:1    | Noticed Koasuxza the pandemonium lord
389386 | Zig:1    | Noticed Teud Wigrah the pandemonium lord
389386 | Zig:1    | Noticed Kiashrov the pandemonium lord
389386 | Zig:1    | Noticed Egaarosi the pandemonium lord
389386 | Zig:1    | Noticed Qeycudwi the pandemonium lord
389386 | Zig:1    | Noticed Ciliqim the pandemonium lord
389386 | Zig:1    | Noticed Ukoonuxt the pandemonium lord
389386 | Zig:1    | Noticed Colucvum the pandemonium lord
389388 | Zig:1    | Noticed Bolyasu the pandemonium lord
389388 | Zig:1    | Noticed Boan the pandemonium lord
389389 | Zig:1    | Noticed Qidghus the pandemonium lord
389389 | Zig:1    | Killed Monap the pandemonium lord
389390 | Zig:1    | Noticed Juich the pandemonium lord
389390 | Zig:1    | Killed Ciliqim the pandemonium lord
389390 | Zig:1    | Killed Koasuxza the pandemonium lord
389390 | Zig:1    | Killed Ukoonuxt the pandemonium lord
389391 | Zig:1    | Noticed Diynod the pandemonium lord
389391 | Zig:1    | Killed Teud Wigrah the pandemonium lord
389392 | Zig:1    | Killed Colucvum the pandemonium lord
389392 | Zig:1    | Killed Qeycudwi the pandemonium lord
389392 | Zig:1    | Killed Juich the pandemonium lord
389392 | Zig:1    | Killed Zauwk the pandemonium lord
389392 | Zig:1    | Killed Kiashrov the pandemonium lord
389392 | Zig:1    | Killed Boan the pandemonium lord
389395 | Zig:1    | Killed Diynod the pandemonium lord
389395 | Zig:1    | Killed Qidghus the pandemonium lord
389397 | Zig:1    | Noticed Qeter the pandemonium lord
389398 | Zig:1    | Killed Egaarosi the pandemonium lord
389402 | Zig:1    | Killed Bolyasu the pandemonium lord
389403 | Zig:1    | Killed Qeter the pandemonium lord
389450 | Zig:2    | Entered Level 2 of a ziggurat
389504 | Zig:3    | Entered Level 3 of a ziggurat
389562 | Zig:4    | Entered Level 4 of a ziggurat
389642 | Zig:5    | Entered Level 5 of a ziggurat
389698 | Zig:6    | Entered Level 6 of a ziggurat
389698 | Zig:6    | Noticed an ancient lich
389701 | Zig:6    | Killed an ancient lich
389817 | Zig:7    | Entered Level 7 of a ziggurat
389928 | Zig:8    | Entered Level 8 of a ziggurat
389946 | Zig:8    | Noticed Ahur the pandemonium lord
389962 | Zig:8    | Killed Ahur the pandemonium lord
389974 | Zig:8    | Got a transparent jade amulet
389975 | Zig:8    | Identified the amulet of the Rabble {Spirit MR+ Str+2 Stlth+} (You found it on level 8 of a ziggurat)
390049 | Zig:9    | Entered Level 9 of a ziggurat
390064 | Zig:9    | Noticed Kenyom the pandemonium lord
390069 | Zig:9    | Killed Kenyom the pandemonium lord
390137 | Zig:9    | Got a glittering golden ring
390138 | Zig:9    | Identified the ring of Xistros {rPois Str-4 Int+4} (You found it on level 9 of a ziggurat)
390221 | Zig:10   | Entered Level 10 of a ziggurat
390278 | Zig:10   | Got a steaming brass ring
390280 | Zig:10   | Identified the ring "Xissump" {Ice -Tele Str+3 SInv} (You found it on level 10 of a ziggurat)
390305 | Zig:11   | Entered Level 11 of a ziggurat
390305 | Zig:11   | Noticed an ancient lich
390305 | Zig:11   | Noticed an ancient lich
390305 | Zig:11   | Noticed an ancient lich
390305 | Zig:11   | Noticed an ancient lich
390305 | Zig:11   | Noticed an ancient lich
390305 | Zig:11   | Noticed an ancient lich
390305 | Zig:11   | Noticed an ancient lich
390306 | Zig:11   | Killed an ancient lich
390306 | Zig:11   | Killed an ancient lich
390308 | Zig:11   | Noticed an ancient lich
390309 | Zig:11   | Killed an ancient lich
390309 | Zig:11   | Killed an ancient lich
390310 | Zig:11   | Noticed an ancient lich
390310 | Zig:11   | Killed an ancient lich
390311 | Zig:11   | Noticed an ancient lich
390311 | Zig:11   | Killed an ancient lich
390311 | Zig:11   | Killed an ancient lich
390311 | Zig:11   | Killed an ancient lich
390312 | Zig:11   | Noticed an ancient lich
390312 | Zig:11   | Noticed an ancient lich
390312 | Zig:11   | Noticed an ancient lich
390312 | Zig:11   | Noticed an ancient lich
390312 | Zig:11   | Noticed an ancient lich
390312 | Zig:11   | Killed an ancient lich
390313 | Zig:11   | Noticed an ancient lich
390313 | Zig:11   | Noticed an ancient lich
390313 | Zig:11   | Noticed an ancient lich
390313 | Zig:11   | Noticed an ancient lich
390314 | Zig:11   | Killed an ancient lich
390314 | Zig:11   | Killed an ancient lich
390314 | Zig:11   | Killed an ancient lich
390314 | Zig:11   | Killed an ancient lich
390315 | Zig:11   | Noticed an ancient lich
390315 | Zig:11   | Noticed an ancient lich
390315 | Zig:11   | Killed an ancient lich
390315 | Zig:11   | Killed an ancient lich
390315 | Zig:11   | Killed an ancient lich
390315 | Zig:11   | Killed an ancient lich
390315 | Zig:11   | Killed an ancient lich
390315 | Zig:11   | Killed an ancient lich
390316 | Zig:11   | Noticed an ancient lich
390316 | Zig:11   | Noticed an ancient lich
390317 | Zig:11   | Noticed an ancient lich
390317 | Zig:11   | Noticed an ancient lich
390317 | Zig:11   | Killed an ancient lich
390318 | Zig:11   | Noticed an ancient lich
390319 | Zig:11   | Noticed an ancient lich
390319 | Zig:11   | Killed an ancient lich
390320 | Zig:11   | Noticed an ancient lich
390320 | Zig:11   | Killed an ancient lich
390320 | Zig:11   | Killed an ancient lich
390321 | Zig:11   | Killed an ancient lich
390321 | Zig:11   | Killed an ancient lich
390321 | Zig:11   | Killed an ancient lich
390322 | Zig:11   | Noticed an ancient lich
390324 | Zig:11   | Killed an ancient lich
390324 | Zig:11   | Killed an ancient lich
390327 | Zig:11   | Killed an ancient lich
390336 | Zig:11   | Identified the +2 helmet of the Beggars {*Corrode Int+4 Dex+8} (You found it on level 11 of a ziggurat)
390417 | Zig:12   | Entered Level 12 of a ziggurat
390444 | Zig:12   | Identified the Catalogue of the Flamy Oath
390452 | Zig:12   | Got a crude brass ring
390454 | Zig:12   | Identified the ring "Daaweadghy" {rCorr *Corrode rPois Int+3} (You found it on level 12 of a ziggurat)
390484 | Zig:12   | Identified Iptyumilid's Almanac of Confrontation
390490 | Zig:12   | Identified the Catalogue of Hadjma
390558 | Zig:13   | Entered Level 13 of a ziggurat
390584 | Zig:13   | Got a clouded platinum ring
390586 | Zig:13   | Identified the ring "Plog" {rPois rC+ MR+++ Int+4 Dex-3} (You found it on level 13 of a ziggurat)
390600 | Zig:13   | Got a brightly glowing turquoise ring
390602 | Zig:13   | Identified the ring "Riefy" {rPois rF+ rN+ Int-3 Slay+3} (You found it on level 13 of a ziggurat)
390659 | Zig:13   | Got a warped glass ring
390660 | Zig:13   | Identified the ring "Vagunuum" {rElec rF+ Str+4 Int-2 Dex+2} (You found it on level 13 of a ziggurat)
390668 | Zig:13   | Identified the cursed +0 pair of gloves "Ippufeub" {rElec rC+ Dex+7} (You found it on level 13 of a ziggurat)
390702 | Zig:14   | Entered Level 14 of a ziggurat
390818 | Zig:14   | Identified the Tome of Dark Magic and Translocation
390835 | Zig:14   | Got a twitching steel ring
390837 | Zig:14   | Identified the ring of Fetevu {*Drain rPois rC+ rN+ Str+4} (You found it on level 14 of a ziggurat)
390898 | Zig:15   | Entered Level 15 of a ziggurat
391063 | Zig:16   | Entered Level 16 of a ziggurat
391063 | Zig:16   | Noticed Xyxi the pandemonium lord
391063 | Zig:16   | Noticed Xinetam the pandemonium lord
391063 | Zig:16   | Noticed Oshrunyg the pandemonium lord
391063 | Zig:16   | Noticed Lyngygg the pandemonium lord
391063 | Zig:16   | Noticed Panadyjo the pandemonium lord
391063 | Zig:16   | Noticed Liok the pandemonium lord
391063 | Zig:16   | Noticed Ylecvium the pandemonium lord
391063 | Zig:16   | Noticed Leaguch the pandemonium lord
391063 | Zig:16   | Noticed Vackoymp the pandemonium lord
391063 | Zig:16   | Noticed Sukhac the pandemonium lord
391063 | Zig:16   | Noticed Qenac the pandemonium lord
391063 | Zig:16   | Noticed Budoeref the pandemonium lord
391063 | Zig:16   | Noticed Mohug the pandemonium lord
391063 | Zig:16   | Noticed Dadijaxt the pandemonium lord
391063 | Zig:16   | Noticed Jarotaf the pandemonium lord
391063 | Zig:16   | Noticed Neikh the pandemonium lord
391063 | Zig:16   | Noticed Vyuvoic the pandemonium lord
391063 | Zig:16   | Noticed Sayter the pandemonium lord
391063 | Zig:16   | Noticed Dyps the pandemonium lord
391063 | Zig:16   | Noticed Rarchean the pandemonium lord
391063 | Zig:16   | Noticed Ebuuddu the pandemonium lord
391063 | Zig:16   | Noticed Baxinwued the pandemonium lord
391063 | Zig:16   | Noticed Limi the pandemonium lord
391063 | Zig:16   | Noticed Kuoczysa the pandemonium lord
391066 | Zig:16   | Noticed Vain Oma the pandemonium lord
391066 | Zig:16   | Noticed Enetiom the pandemonium lord
391066 | Zig:16   | Noticed Miqe Esa the pandemonium lord
391066 | Zig:16   | Killed Lyngygg the pandemonium lord
391067 | Zig:16   | Noticed Zaphu the pandemonium lord
391067 | Zig:16   | Noticed Keacauh the pandemonium lord
391067 | Zig:16   | Noticed Fezaagaw the pandemonium lord
391067 | Zig:16   | Killed Dyps the pandemonium lord
391067 | Zig:16   | Killed Budoeref the pandemonium lord
391068 | Zig:16   | Noticed Cuumab Bai the pandemonium lord
391068 | Zig:16   | Noticed Cexuceof the pandemonium lord
391068 | Zig:16   | Noticed Hilot the pandemonium lord
391068 | Zig:16   | Killed Liok the pandemonium lord
391068 | Zig:16   | Killed Oshrunyg the pandemonium lord
391068 | Zig:16   | Killed Mohug the pandemonium lord
391069 | Zig:16   | Noticed Qojo the pandemonium lord
391069 | Zig:16   | Noticed Micveil the pandemonium lord
391069 | Zig:16   | Noticed Muiw the pandemonium lord
391069 | Zig:16   | Killed Ylecvium the pandemonium lord
391069 | Zig:16   | Killed Jarotaf the pandemonium lord
391069 | Zig:16   | Killed Qenac the pandemonium lord
391069 | Zig:16   | Killed Ebuuddu the pandemonium lord
391069 | Zig:16   | Killed Dadijaxt the pandemonium lord
391069 | Zig:16   | Killed Rarchean the pandemonium lord
391069 | Zig:16   | Killed Vackoymp the pandemonium lord
391070 | Zig:16   | Noticed Sutrieck the pandemonium lord
391070 | Zig:16   | Noticed Limmeskysur the pandemonium lord
391070 | Zig:16   | Noticed Ideet the pandemonium lord
391071 | Zig:16   | Noticed Raq Upre the pandemonium lord
391071 | Zig:16   | Noticed Noschoesm the pandemonium lord
391072 | Zig:16   | Killed Sayter the pandemonium lord
391072 | Zig:16   | Killed Sukhac the pandemonium lord
391072 | Zig:16   | Killed Hilot the pandemonium lord
391073 | Zig:16   | Noticed Irae the pandemonium lord
391074 | Zig:16   | Noticed Jofoes the pandemonium lord
391077 | Zig:16   | Killed Fezaagaw the pandemonium lord
391077 | Zig:16   | Killed Xyxi the pandemonium lord
391077 | Zig:16   | Killed Panadyjo the pandemonium lord
391077 | Zig:16   | Killed Noschoesm the pandemonium lord
391077 | Zig:16   | Killed Limi the pandemonium lord
391077 | Zig:16   | Killed Neikh the pandemonium lord
391077 | Zig:16   | Killed Raq Upre the pandemonium lord
391077 | Zig:16   | Killed Baxinwued the pandemonium lord
391077 | Zig:16   | Killed Futteodd the pandemonium lord
391081 | Zig:16   | Killed Leaguch the pandemonium lord
391083 | Zig:16   | Noticed Obatuac the pandemonium lord
391083 | Zig:16   | Killed Keacauh the pandemonium lord
391083 | Zig:16   | Killed Vyuvoic the pandemonium lord
391083 | Zig:16   | Killed Jofoes the pandemonium lord
391083 | Zig:16   | Killed Kuoczysa the pandemonium lord
391083 | Zig:16   | Killed Ideet the pandemonium lord
391083 | Zig:16   | Killed Micveil the pandemonium lord
391083 | Zig:16   | Killed Muiw the pandemonium lord
391083 | Zig:16   | Killed Qojo the pandemonium lord
391084 | Zig:16   | Noticed Cotoann the pandemonium lord
391085 | Zig:16   | Noticed Kaot the pandemonium lord
391085 | Zig:16   | Killed Cuumab Bai the pandemonium lord
391085 | Zig:16   | Killed Zaphu the pandemonium lord
391085 | Zig:16   | Killed Vain Oma the pandemonium lord
391085 | Zig:16   | Killed Irae the pandemonium lord
391087 | Zig:16   | Noticed Huuziq the pandemonium lord
391088 | Zig:16   | Noticed Myushrox the pandemonium lord
391089 | Zig:16   | Noticed Ypsioh the pandemonium lord
391089 | Zig:16   | Noticed Zyleump the pandemonium lord
391089 | Zig:16   | Noticed Wiucysis the pandemonium lord
391089 | Zig:16   | Killed Kaot the pandemonium lord
391090 | Zig:16   | Killed Miqe Esa the pandemonium lord
391090 | Zig:16   | Killed Sutrieck the pandemonium lord
391090 | Zig:16   | Killed Obatuac the pandemonium lord
391090 | Zig:16   | Killed Cotoann the pandemonium lord
391091 | Zig:16   | Noticed Fyttin the pandemonium lord
391092 | Zig:16   | Killed Feolyrch the pandemonium lord
391092 | Zig:16   | Killed Cexuceof the pandemonium lord
391093 | Zig:16   | Noticed Sibikog the pandemonium lord
391094 | Zig:16   | Noticed Anamil the pandemonium lord
391094 | Zig:16   | Noticed Laavuh the pandemonium lord
391094 | Zig:16   | Noticed Xauroti the pandemonium lord
391094 | Zig:16   | Noticed Inkoer the pandemonium lord
391094 | Zig:16   | Noticed Guhikas the pandemonium lord
391094 | Zig:16   | Killed Wiucysis the pandemonium lord
391095 | Zig:16   | Noticed Luisamai the pandemonium lord
391095 | Zig:16   | Killed Sibikog the pandemonium lord
391095 | Zig:16   | Killed Myushrox the pandemonium lord
391095 | Zig:16   | Killed Zyleump the pandemonium lord
391095 | Zig:16   | Killed Limmeskysur the pandemonium lord
391096 | Zig:16   | Noticed Jucom the pandemonium lord
391097 | Zig:16   | Noticed Gineirul the pandemonium lord
391097 | Zig:16   | Noticed Atweugof the pandemonium lord
391098 | Zig:16   | Noticed Yploimae the pandemonium lord
391098 | Zig:16   | Noticed Ynnyplut the pandemonium lord
391098 | Zig:16   | Noticed Lihimoor the pandemonium lord
391098 | Zig:16   | Noticed Vito the pandemonium lord
391098 | Zig:16   | Noticed Oteciuvi the pandemonium lord
391098 | Zig:16   | Noticed Unenil the pandemonium lord
391098 | Zig:16   | Noticed Utah Nosm the pandemonium lord
391098 | Zig:16   | Noticed Ylofoy the pandemonium lord
391099 | Zig:16   | Noticed Imar the pandemonium lord
391099 | Zig:16   | Noticed Qerchug the pandemonium lord
391099 | Zig:16   | Noticed Yzxiodav the pandemonium lord
391099 | Zig:16   | Noticed Teggigy the pandemonium lord
391100 | Zig:16   | Noticed Ucliegiph the pandemonium lord
391100 | Zig:16   | Noticed Cuoritsi the pandemonium lord
391100 | Zig:16   | Noticed Zuonacegeiza the pandemonium lord
391100 | Zig:16   | Noticed Hulau the pandemonium lord
391100 | Zig:16   | Noticed Ciluad the pandemonium lord
391100 | Zig:16   | Noticed Wakleami the pandemonium lord
391100 | Zig:16   | Noticed Iciwk the pandemonium lord
391100 | Zig:16   | Noticed Cism the pandemonium lord
391100 | Zig:16   | Noticed Huekozy the pandemonium lord
391100 | Zig:16   | Noticed Xuwk the pandemonium lord
391100 | Zig:16   | Noticed Mirghedol the pandemonium lord
391100 | Zig:16   | Noticed Lyrustro the pandemonium lord
391100 | Zig:16   | Killed Ypsioh the pandemonium lord
391100 | Zig:16   | Killed Huuziq the pandemonium lord
391107 | Zig:16   | Killed Ynnyplut the pandemonium lord
391107 | Zig:16   | Killed Inkoer the pandemonium lord
391107 | Zig:16   | Killed Fyttin the pandemonium lord
391107 | Zig:16   | Killed Xauroti the pandemonium lord
391107 | Zig:16   | Killed Imar the pandemonium lord
391109 | Zig:16   | Killed Anamil the pandemonium lord
391109 | Zig:16   | Killed Jucom the pandemonium lord
391109 | Zig:16   | Killed Oteciuvi the pandemonium lord
391111 | Zig:16   | Killed Yzxiodav the pandemonium lord
391113 | Zig:16   | Noticed Tuemua Fero the pandemonium lord
391113 | Zig:16   | Killed Cuoritsi the pandemonium lord
391113 | Zig:16   | Killed Qerchug the pandemonium lord
391115 | Zig:16   | Noticed Xoc Umeck the pandemonium lord
391115 | Zig:16   | Killed Zuonacegeiza the pandemonium lord
391115 | Zig:16   | Killed Xuwk the pandemonium lord
391115 | Zig:16   | Killed Guhikas the pandemonium lord
391115 | Zig:16   | Killed Ucliegiph the pandemonium lord
391115 | Zig:16   | Killed Luisamai the pandemonium lord
391115 | Zig:16   | Killed Lyrustro the pandemonium lord
391116 | Zig:16   | Noticed Sepnuext the pandemonium lord
391116 | Zig:16   | Killed Enetiom the pandemonium lord
391116 | Zig:16   | Killed Iciwk the pandemonium lord
391116 | Zig:16   | Killed Gineirul the pandemonium lord
391117 | Zig:16   | Killed Sepnuext the pandemonium lord
391117 | Zig:16   | Killed Atweugof the pandemonium lord
391117 | Zig:16   | Killed Ylofoy the pandemonium lord
391117 | Zig:16   | Killed Wakleami the pandemonium lord
391117 | Zig:16   | Killed Yploimae the pandemonium lord
391118 | Zig:16   | Killed Tuemua Fero the pandemonium lord
391119 | Zig:16   | Noticed Voprad the pandemonium lord
391119 | Zig:16   | Noticed Gynnoeq the pandemonium lord
391119 | Zig:16   | Noticed Qareos the pandemonium lord
391119 | Zig:16   | Killed Mirghedol the pandemonium lord
391120 | Zig:16   | Noticed Axam Wirpha the pandemonium lord
391120 | Zig:16   | Noticed Oquomouno the pandemonium lord
391121 | Zig:16   | Noticed Lentinna the pandemonium lord
391121 | Zig:16   | Noticed Pude the pandemonium lord
391121 | Zig:16   | Killed Hulau the pandemonium lord
391122 | Zig:16   | Killed Laavuh the pandemonium lord
391123 | Zig:16   | Noticed Keti the pandemonium lord
391125 | Zig:16   | Killed Cism the pandemonium lord
391127 | Zig:16   | Killed Oquomouno the pandemonium lord
391127 | Zig:16   | Killed Teggigy the pandemonium lord
391127 | Zig:16   | Killed Lihimoor the pandemonium lord
391127 | Zig:16   | Killed Xoc Umeck the pandemonium lord
391128 | Zig:16   | Killed Xinetam the pandemonium lord
391129 | Zig:16   | Noticed Siomapel the pandemonium lord
391129 | Zig:16   | Killed Siomapel the pandemonium lord
391129 | Zig:16   | Killed Qareos the pandemonium lord
391129 | Zig:16   | Killed Voprad the pandemonium lord
391131 | Zig:16   | Killed Vito the pandemonium lord
391131 | Zig:16   | Killed Gynnoeq the pandemonium lord
391131 | Zig:16   | Killed Utah Nosm the pandemonium lord
391131 | Zig:16   | Killed Huekozy the pandemonium lord
391131 | Zig:16   | Killed Lentinna the pandemonium lord
391132 | Zig:16   | Noticed Koosusm the pandemonium lord
391133 | Zig:16   | Noticed Evvios the pandemonium lord
391133 | Zig:16   | Killed Paodip the pandemonium lord
391133 | Zig:16   | Killed Keti the pandemonium lord
391133 | Zig:16   | Killed Axam Wirpha the pandemonium lord
391133 | Zig:16   | Killed Rajip the pandemonium lord
391135 | Zig:16   | Killed Evvios the pandemonium lord
391135 | Zig:16   | Killed Pude the pandemonium lord
391137 | Zig:16   | Noticed Bebruif the pandemonium lord
391138 | Zig:16   | Killed Bebruif the pandemonium lord
391138 | Zig:16   | Killed Unenil the pandemonium lord
391138 | Zig:16   | Killed Koosusm the pandemonium lord
391138 | Zig:16   | Killed Huen the pandemonium lord
391141 | Zig:16   | Noticed Gasonkan the pandemonium lord
391142 | Zig:16   | Killed Tikk the pandemonium lord
391144 | Zig:16   | Noticed Faclats the pandemonium lord
391144 | Zig:16   | Killed Ciluad the pandemonium lord
391145 | Zig:16   | Noticed Ceruor the pandemonium lord
391145 | Zig:16   | Noticed Wyes the pandemonium lord
391146 | Zig:16   | Noticed Qaranuuck the pandemonium lord
391146 | Zig:16   | Noticed Inteisa the pandemonium lord
391146 | Zig:16   | Noticed Umeh the pandemonium lord
391146 | Zig:16   | Noticed Jasaev the pandemonium lord
391147 | Zig:16   | Noticed Tot Del the pandemonium lord
391147 | Zig:16   | Noticed Woexaesh the pandemonium lord
391149 | Zig:16   | Noticed Lezahaif the pandemonium lord
391150 | Zig:16   | Killed Faclats the pandemonium lord
391150 | Zig:16   | Killed Jasaev the pandemonium lord
391150 | Zig:16   | Noticed Lel Pouna the pandemonium lord
391151 | Zig:16   | Killed Ceruor the pandemonium lord
391152 | Zig:16   | Killed Wyes the pandemonium lord
391152 | Zig:16   | Killed Umeh the pandemonium lord
391153 | Zig:16   | Killed Lezahaif the pandemonium lord
391153 | Zig:16   | Killed Qaranuuck the pandemonium lord
391153 | Zig:16   | Killed Inteisa the pandemonium lord
391154 | Zig:16   | Killed Tot Del the pandemonium lord
391155 | Zig:16   | Killed Gasonkan the pandemonium lord
391155 | Zig:16   | Killed Woexaesh the pandemonium lord
391158 | Zig:16   | Killed Lel Pouna the pandemonium lord
391194 | Zig:16   | Identified Pute's Disquisition on Glacial Evil
391197 | Zig:16   | Got a crude tin ring
391199 | Zig:16   | Identified the ring "Fioduvva" {*Tele Str+4} (You found it on level 16 of a ziggurat)
391212 | Zig:16   | Got a faintly glowing amber ring
391213 | Zig:16   | Identified the ring "Ypro" {rElec rF+ EV+2 Str+3 Slay+2} (You found it on level 16 of a ziggurat)
391226 | Zig:16   | Identified Sif Muna's Guide on Fetching Displacement
391229 | Zig:16   | Identified Kikubaaqudgha's Almanac of Darkness
391242 | Zig:16   | Identified the Volume of Stones and Ignition
391407 | Zig:17   | Entered Level 17 of a ziggurat
391407 | Zig:17   | Noticed a greater mummy
391407 | Zig:17   | Noticed a greater mummy
391407 | Zig:17   | Noticed a greater mummy
391407 | Zig:17   | Noticed a greater mummy
391407 | Zig:17   | Noticed a greater mummy
391407 | Zig:17   | Noticed a greater mummy
391407 | Zig:17   | Noticed a greater mummy
391407 | Zig:17   | Noticed a greater mummy
391409 | Zig:17   | Noticed a greater mummy
391410 | Zig:17   | Killed a greater mummy
391410 | Zig:17   | Killed a greater mummy
391410 | Zig:17   | Killed a greater mummy
391410 | Zig:17   | Killed a greater mummy
391410 | Zig:17   | Killed a greater mummy
391413 | Zig:17   | Noticed a greater mummy
391413 | Zig:17   | Killed a greater mummy
391413 | Zig:17   | Killed a greater mummy
391413 | Zig:17   | Killed a greater mummy
391414 | Zig:17   | Noticed a greater mummy
391414 | Zig:17   | Killed a greater mummy
391415 | Zig:17   | Noticed a greater mummy
391415 | Zig:17   | Noticed a greater mummy
391416 | Zig:17   | Noticed a greater mummy
391416 | Zig:17   | Noticed a greater mummy
391416 | Zig:17   | Noticed a greater mummy
391416 | Zig:17   | Noticed a greater mummy
391417 | Zig:17   | Noticed a greater mummy
391417 | Zig:17   | Noticed a greater mummy
391417 | Zig:17   | Noticed a greater mummy
391417 | Zig:17   | Noticed a greater mummy
391417 | Zig:17   | Killed a greater mummy
391418 | Zig:17   | Noticed a greater mummy
391418 | Zig:17   | Noticed a greater mummy
391419 | Zig:17   | Killed a greater mummy
391419 | Zig:17   | Killed a greater mummy
391419 | Zig:17   | Killed a greater mummy
391419 | Zig:17   | Killed a greater mummy
391420 | Zig:17   | Noticed a greater mummy
391420 | Zig:17   | Noticed a greater mummy
391421 | Zig:17   | Killed a greater mummy
391421 | Zig:17   | Killed a greater mummy
391421 | Zig:17   | Killed a greater mummy
391421 | Zig:17   | Killed a greater mummy
391421 | Zig:17   | Killed a greater mummy
391421 | Zig:17   | Killed a greater mummy
391421 | Zig:17   | Killed a greater mummy
391421 | Zig:17   | Killed a greater mummy
391422 | Zig:17   | Noticed a greater mummy
391423 | Zig:17   | Noticed a greater mummy
391423 | Zig:17   | Killed a greater mummy
391424 | Zig:17   | Noticed a greater mummy
391424 | Zig:17   | Noticed a greater mummy
391424 | Zig:17   | Killed a greater mummy
391424 | Zig:17   | Killed a greater mummy
391425 | Zig:17   | Noticed a greater mummy
391425 | Zig:17   | Noticed a greater mummy
391426 | Zig:17   | Noticed a greater mummy
391426 | Zig:17   | Noticed a greater mummy
391426 | Zig:17   | Noticed a greater mummy
391427 | Zig:17   | Noticed a greater mummy
391427 | Zig:17   | Killed a greater mummy
391427 | Zig:17   | Killed a greater mummy
391427 | Zig:17   | Killed a greater mummy
391427 | Zig:17   | Killed a greater mummy
391428 | Zig:17   | Noticed a greater mummy
391428 | Zig:17   | Noticed a greater mummy
391429 | Zig:17   | Noticed a greater mummy
391429 | Zig:17   | Killed a greater mummy
391429 | Zig:17   | Killed a greater mummy
391430 | Zig:17   | Noticed a greater mummy
391430 | Zig:17   | Killed a greater mummy
391430 | Zig:17   | Killed a greater mummy
391431 | Zig:17   | Killed a greater mummy
391431 | Zig:17   | Killed a greater mummy
391432 | Zig:17   | Killed a greater mummy
391433 | Zig:17   | Noticed a greater mummy
391433 | Zig:17   | Noticed a greater mummy
391435 | Zig:17   | Killed a greater mummy
391435 | Zig:17   | Killed a greater mummy
391437 | Zig:17   | Killed a greater mummy
391437 | Zig:17   | Killed a greater mummy
391438 | Zig:17   | Killed a greater mummy
391520 | Zig:18   | Entered Level 18 of a ziggurat
391571 | Zig:18   | Got a crude wooden ring
391573 | Zig:18   | Identified the ring "Ygead" {rC++ MR- EV+1} (You found it on level 18 of a ziggurat)
391685 | Zig:19   | Entered Level 19 of a ziggurat
391745 | Zig:19   | Got a shimmering golden ring
391747 | Zig:19   | Identified the ring "Caodo" {rF+ Str+6 Dex+4 Stlth-} (You found it on level 19 of a ziggurat)
391775 | Zig:19   | Identified the cursed +1 broad axe of Youthful Indiscretion {antimagic, Str+6 Int+3} (You found it on level 19 of a ziggurat)
391816 | Zig:20   | Entered Level 20 of a ziggurat
391816 | Zig:20   | Noticed Nolepusu the pandemonium lord
391816 | Zig:20   | Noticed Tauts the pandemonium lord
391816 | Zig:20   | Noticed Yczi the pandemonium lord
391816 | Zig:20   | Noticed Fiwuj the pandemonium lord
391816 | Zig:20   | Noticed Gunt the pandemonium lord
391816 | Zig:20   | Noticed Pidajoqi the pandemonium lord
391816 | Zig:20   | Noticed Figaqia the pandemonium lord
391816 | Zig:20   | Noticed Raghorun the pandemonium lord
391816 | Zig:20   | Noticed Husch the pandemonium lord
391816 | Zig:20   | Noticed Pehes the pandemonium lord
391816 | Zig:20   | Noticed Ymuck the pandemonium lord
391816 | Zig:20   | Noticed Mism the pandemonium lord
391816 | Zig:20   | Noticed Yrooko the pandemonium lord
391816 | Zig:20   | Noticed Ytafas the pandemonium lord
391816 | Zig:20   | Noticed Vatac the pandemonium lord
391816 | Zig:20   | Noticed Zumuab the pandemonium lord
391816 | Zig:20   | Noticed Cocasch the pandemonium lord
391816 | Zig:20   | Noticed Ziedwoxu the pandemonium lord
391816 | Zig:20   | Noticed Caihul the pandemonium lord
391816 | Zig:20   | Noticed Likuj the pandemonium lord
391816 | Zig:20   | Noticed Oblokia the pandemonium lord
391816 | Zig:20   | Noticed Ohaat the pandemonium lord
391816 | Zig:20   | Noticed Ymposoc the pandemonium lord
391816 | Zig:20   | Noticed Pyskocs the pandemonium lord
391816 | Zig:20   | Noticed Ziputat the pandemonium lord
391816 | Zig:20   | Noticed Yntuda Oqoi the pandemonium lord
391816 | Zig:20   | Noticed Poxopnoe the pandemonium lord
391816 | Zig:20   | Noticed Zyuvurank the pandemonium lord
391816 | Zig:20   | Noticed Mudagu Piodd the pandemonium lord
391818 | Zig:20   | Noticed Ilayhih the pandemonium lord
391818 | Zig:20   | Noticed Pori the pandemonium lord
391818 | Zig:20   | Noticed Ythrobau the pandemonium lord
391818 | Zig:20   | Noticed Hauplahy the pandemonium lord
391818 | Zig:20   | Noticed Utuw the pandemonium lord
391818 | Zig:20   | Noticed Irom the pandemonium lord
391820 | Zig:20   | Noticed Ynnoupso the pandemonium lord
391820 | Zig:20   | Noticed Ijemast the pandemonium lord
391821 | Zig:20   | Noticed Vawuv the pandemonium lord
391823 | Zig:20   | Killed Mism the pandemonium lord
391823 | Zig:20   | Killed Zumuab the pandemonium lord
391823 | Zig:20   | Killed Utuw the pandemonium lord
391823 | Zig:20   | Killed Pehes the pandemonium lord
391823 | Zig:20   | Killed Likuj the pandemonium lord
391823 | Zig:20   | Killed Vatac the pandemonium lord
391824 | Zig:20   | Killed Yntuda Oqoi the pandemonium lord
391824 | Zig:20   | Killed Caihul the pandemonium lord
391824 | Zig:20   | Killed Pyskocs the pandemonium lord
391824 | Zig:20   | Killed Zyuvurank the pandemonium lord
391825 | Zig:20   | Killed Ytafas the pandemonium lord
391825 | Zig:20   | Killed Cocasch the pandemonium lord
391825 | Zig:20   | Killed Oblokia the pandemonium lord
391825 | Zig:20   | Killed Pidajoqi the pandemonium lord
391825 | Zig:20   | Killed Vawuv the pandemonium lord
391825 | Zig:20   | Killed Fiwuj the pandemonium lord
391825 | Zig:20   | Killed Raghorun the pandemonium lord
391825 | Zig:20   | Killed Husch the pandemonium lord
391825 | Zig:20   | Killed Ymposoc the pandemonium lord
391825 | Zig:20   | Killed Nolepusu the pandemonium lord
391827 | Zig:20   | Noticed Qapagai the pandemonium lord
391827 | Zig:20   | Killed Ziedwoxu the pandemonium lord
391827 | Zig:20   | Killed Mudagu Piodd the pandemonium lord
391827 | Zig:20   | Killed Tauts the pandemonium lord
391829 | Zig:20   | Killed Pori the pandemonium lord
391830 | Zig:20   | Noticed Eskoges the pandemonium lord
391831 | Zig:20   | Killed Irom the pandemonium lord
391831 | Zig:20   | Killed Figaqia the pandemonium lord
391831 | Zig:20   | Killed Poxopnoe the pandemonium lord
391831 | Zig:20   | Killed Ziputat the pandemonium lord
391831 | Zig:20   | Killed Yrooko the pandemonium lord
391831 | Zig:20   | Killed Gunt the pandemonium lord
391831 | Zig:20   | Killed Ythrobau the pandemonium lord
391832 | Zig:20   | Noticed Unoynkil the pandemonium lord
391832 | Zig:20   | Killed Qapagai the pandemonium lord
391832 | Zig:20   | Killed Ohaat the pandemonium lord
391832 | Zig:20   | Killed Ymuck the pandemonium lord
391832 | Zig:20   | Killed Yczi the pandemonium lord
391832 | Zig:20   | Killed Ynnoupso the pandemonium lord
391833 | Zig:20   | Noticed Zashruonk the pandemonium lord
391835 | Zig:20   | Noticed Hock the pandemonium lord
391835 | Zig:20   | Killed Ijemast the pandemonium lord
391837 | Zig:20   | Noticed Moiru the pandemonium lord
391837 | Zig:20   | Noticed Yllismuf the pandemonium lord
391837 | Zig:20   | Killed Moiru the pandemonium lord
391837 | Zig:20   | Killed Ilayhih the pandemonium lord
391838 | Zig:20   | Killed Eskoges the pandemonium lord
391838 | Zig:20   | Killed Yllismuf the pandemonium lord
391838 | Zig:20   | Killed Yheomyit the pandemonium lord
391841 | Zig:20   | Noticed Yqeidus the pandemonium lord
391842 | Zig:20   | Noticed Napoof the pandemonium lord
391842 | Zig:20   | Noticed Nesunt the pandemonium lord
391842 | Zig:20   | Killed Nesunt the pandemonium lord
391842 | Zig:20   | Killed Unoynkil the pandemonium lord
391843 | Zig:20   | Noticed Etup the pandemonium lord
391843 | Zig:20   | Noticed Gott the pandemonium lord
391843 | Zig:20   | Noticed Wooq the pandemonium lord
391843 | Zig:20   | Killed Yqeidus the pandemonium lord
391843 | Zig:20   | Killed Omypn the pandemonium lord
391843 | Zig:20   | Killed Hauplahy the pandemonium lord
391844 | Zig:20   | Noticed Caroett the pandemonium lord
391845 | Zig:20   | Noticed Astrytid the pandemonium lord
391845 | Zig:20   | Noticed Peask the pandemonium lord
391845 | Zig:20   | Noticed Tonlum the pandemonium lord
391845 | Zig:20   | Killed Napoof the pandemonium lord
391845 | Zig:20   | Killed Caroett the pandemonium lord
391845 | Zig:20   | Killed Etup the pandemonium lord
391845 | Zig:20   | Killed Hock the pandemonium lord
391846 | Zig:20   | Noticed Jotifeann the pandemonium lord
391846 | Zig:20   | Noticed Xuafuban the pandemonium lord
391846 | Zig:20   | Killed Lezxit the pandemonium lord
391846 | Zig:20   | Killed Jotifeann the pandemonium lord
391846 | Zig:20   | Noticed Qinuwain the pandemonium lord
391847 | Zig:20   | Noticed Joety the pandemonium lord
391847 | Zig:20   | Noticed Navoegan the pandemonium lord
391847 | Zig:20   | Noticed Saxtette the pandemonium lord
391847 | Zig:20   | Noticed Ziagojo the pandemonium lord
391850 | Zig:20   | Noticed Hiqivu the pandemonium lord
391850 | Zig:20   | Noticed Diwem the pandemonium lord
391851 | Zig:20   | Noticed Seadump the pandemonium lord
391851 | Zig:20   | Noticed Elutesch the pandemonium lord
391852 | Zig:20   | Noticed Dygacec the pandemonium lord
391852 | Zig:20   | Noticed Benof the pandemonium lord
391852 | Zig:20   | Killed Saxtette the pandemonium lord
391852 | Zig:20   | Killed Navoegan the pandemonium lord
391852 | Zig:20   | Killed Wooq the pandemonium lord
391852 | Zig:20   | Killed Qinuwain the pandemonium lord
391853 | Zig:20   | Killed Xuafuban the pandemonium lord
391853 | Zig:20   | Killed Jit Uleu the pandemonium lord
391853 | Zig:20   | Killed Zashruonk the pandemonium lord
391853 | Zig:20   | Killed Gott the pandemonium lord
391854 | Zig:20   | Noticed Kaukum Egou the pandemonium lord
391854 | Zig:20   | Noticed Innes the pandemonium lord
391855 | Zig:20   | Killed Diwem the pandemonium lord
391855 | Zig:20   | Killed Peask the pandemonium lord
391855 | Zig:20   | Killed Nacatug the pandemonium lord
391856 | Zig:20   | Killed Astrytid the pandemonium lord
391856 | Zig:20   | Killed Seadump the pandemonium lord
391856 | Zig:20   | Killed Dygacec the pandemonium lord
391856 | Zig:20   | Killed Tonlum the pandemonium lord
391856 | Zig:20   | Killed Hiqivu the pandemonium lord
391859 | Zig:20   | Noticed Ostum the pandemonium lord
391859 | Zig:20   | Noticed Reschits the pandemonium lord
391859 | Zig:20   | Killed Benof the pandemonium lord
391859 | Zig:20   | Killed Suhimeo the pandemonium lord
391859 | Zig:20   | Killed Kaukum Egou the pandemonium lord
391860 | Zig:20   | Noticed Qeuluogi the pandemonium lord
391860 | Zig:20   | Noticed Caefeege the pandemonium lord
391860 | Zig:20   | Killed Ostum the pandemonium lord
391860 | Zig:20   | Killed Caefeege the pandemonium lord
391861 | Zig:20   | Noticed Jeegoler the pandemonium lord
391861 | Zig:20   | Noticed Exahaig the pandemonium lord
391861 | Zig:20   | Noticed Epiodaos the pandemonium lord
391862 | Zig:20   | Noticed Keyto the pandemonium lord
391863 | Zig:20   | Noticed Zehuet the pandemonium lord
391863 | Zig:20   | Noticed Ecuin the pandemonium lord
391863 | Zig:20   | Killed Reschits the pandemonium lord
391863 | Zig:20   | Killed Pojyec the pandemonium lord
391864 | Zig:20   | Noticed Urolluil the pandemonium lord
391864 | Zig:20   | Noticed Letioq the pandemonium lord
391864 | Zig:20   | Killed Epiodaos the pandemonium lord
391865 | Zig:20   | Noticed Nitzimm the pandemonium lord
391865 | Zig:20   | Noticed Jidov the pandemonium lord
391866 | Zig:20   | Noticed Kabusoar the pandemonium lord
391866 | Zig:20   | Noticed Keukh the pandemonium lord
391867 | Zig:20   | Noticed Kinkuc the pandemonium lord
391867 | Zig:20   | Noticed Riamiewn the pandemonium lord
391868 | Zig:20   | Noticed Aleino the pandemonium lord
391868 | Zig:20   | Killed Jeegoler the pandemonium lord
391869 | Zig:20   | Noticed Paijol Rol the pandemonium lord
391870 | Zig:20   | Killed Exahaig the pandemonium lord
391871 | Zig:20   | Noticed Pick the pandemonium lord
391871 | Zig:20   | Noticed Qizxaropan the pandemonium lord
391871 | Zig:20   | Killed Innes the pandemonium lord
391871 | Zig:20   | Killed Urolluil the pandemonium lord
391871 | Zig:20   | Killed Qeuluogi the pandemonium lord
391872 | Zig:20   | Killed Jidov the pandemonium lord
391873 | Zig:20   | Killed Keyto the pandemonium lord
391874 | Zig:20   | Killed Keukh the pandemonium lord
391875 | Zig:20   | Noticed Reketun the pandemonium lord
391875 | Zig:20   | Killed Ziagojo the pandemonium lord
391876 | Zig:20   | Noticed Uqian the pandemonium lord
391876 | Zig:20   | Noticed Niacylis the pandemonium lord
391877 | Zig:20   | Noticed Xusis the pandemonium lord
391877 | Zig:20   | Killed Riamiewn the pandemonium lord
391878 | Zig:20   | Killed Nitzimm the pandemonium lord
391879 | Zig:20   | Noticed Kivvosad the pandemonium lord
391880 | Zig:20   | Killed Paijol Rol the pandemonium lord
391881 | Zig:20   | Killed Kinkuc the pandemonium lord
391881 | Zig:20   | Killed Pick the pandemonium lord
391882 | Zig:20   | Noticed Kagepl Mame the pandemonium lord
391883 | Zig:20   | Noticed Ficyg the pandemonium lord
391883 | Zig:20   | Noticed Ovynecug the pandemonium lord
391884 | Zig:20   | Noticed Sedduipau the pandemonium lord
391884 | Zig:20   | Killed Ecuin the pandemonium lord
391884 | Zig:20   | Killed Nadgheuj the pandemonium lord
391885 | Zig:20   | Noticed Metes the pandemonium lord
391886 | Zig:20   | Noticed Tinkic the pandemonium lord
391887 | Zig:20   | Noticed Xihatier the pandemonium lord
391887 | Zig:20   | Noticed Huigheic the pandemonium lord
391887 | Zig:20   | Killed Metes the pandemonium lord
391887 | Zig:20   | Killed Ficyg the pandemonium lord
391887 | Zig:20   | Killed Kagepl Mame the pandemonium lord
391887 | Zig:20   | Killed Qizxaropan the pandemonium lord
391887 | Zig:20   | Killed Kabusoar the pandemonium lord
391888 | Zig:20   | Noticed Oqeecado the pandemonium lord
391888 | Zig:20   | Killed Niacylis the pandemonium lord
391889 | Zig:20   | Noticed Voex Lem the pandemonium lord
391889 | Zig:20   | Killed Zehuet the pandemonium lord
391889 | Zig:20   | Killed Lyrhy the pandemonium lord
391889 | Zig:20   | Killed Mociali the pandemonium lord
391889 | Zig:20   | Killed Joety the pandemonium lord
391889 | Zig:20   | Killed Elutesch the pandemonium lord
391891 | Zig:20   | Noticed Etaniest the pandemonium lord
391891 | Zig:20   | Killed Reketun the pandemonium lord
391891 | Zig:20   | Killed Xusis the pandemonium lord
391891 | Zig:20   | Killed Xoodoesm the pandemonium lord
391892 | Zig:20   | Noticed Caceam the pandemonium lord
391892 | Zig:20   | Noticed Onieke the pandemonium lord
391893 | Zig:20   | Noticed Goblyggon the pandemonium lord
391893 | Zig:20   | Killed Mosk the pandemonium lord
391893 | Zig:20   | Killed Aleino the pandemonium lord
391894 | Zig:20   | Noticed Sonal the pandemonium lord
391895 | Zig:20   | Killed Kivvosad the pandemonium lord
391895 | Zig:20   | Killed Tinkic the pandemonium lord
391896 | Zig:20   | Noticed Inauptymyh the pandemonium lord
391896 | Zig:20   | Killed Etaniest the pandemonium lord
391896 | Zig:20   | Killed Xihatier the pandemonium lord
391896 | Zig:20   | Killed Caceam the pandemonium lord
391897 | Zig:20   | Noticed Zicih the pandemonium lord
391898 | Zig:20   | Killed Ovynecug the pandemonium lord
391898 | Zig:20   | Killed Oqeecado the pandemonium lord
391898 | Zig:20   | Killed Uqian the pandemonium lord
391898 | Zig:20   | Killed Onieke the pandemonium lord
391898 | Zig:20   | Killed Sonal the pandemonium lord
391898 | Zig:20   | Killed Letioq the pandemonium lord
391898 | Zig:20   | Killed Huigheic the pandemonium lord
391899 | Zig:20   | Noticed Qocaelya the pandemonium lord
391899 | Zig:20   | Noticed Hukicom the pandemonium lord
391899 | Zig:20   | Noticed Muajunu the pandemonium lord
391899 | Zig:20   | Killed Louqyp the pandemonium lord
391899 | Zig:20   | Killed Voex Lem the pandemonium lord
391899 | Zig:20   | Killed Inauptymyh the pandemonium lord
391899 | Zig:20   | Killed Sedduipau the pandemonium lord
391900 | Zig:20   | Noticed Soliba the pandemonium lord
391902 | Zig:20   | Noticed Ebax the pandemonium lord
391902 | Zig:20   | Noticed Qidanida the pandemonium lord
391904 | Zig:20   | Noticed Itodgh the pandemonium lord
391904 | Zig:20   | Noticed Nypiff the pandemonium lord
391904 | Zig:20   | Killed Itodgh the pandemonium lord
391904 | Zig:20   | Killed Qidanida the pandemonium lord
391905 | Zig:20   | Killed Soliba the pandemonium lord
391905 | Zig:20   | Killed Goblyggon the pandemonium lord
391906 | Zig:20   | Noticed Mewn the pandemonium lord
391906 | Zig:20   | Noticed Ryex the pandemonium lord
391906 | Zig:20   | Noticed Zuf Viel the pandemonium lord
391906 | Zig:20   | Noticed Uduhacim the pandemonium lord
391906 | Zig:20   | Noticed Uthrasid the pandemonium lord
391906 | Zig:20   | Killed Hukicom the pandemonium lord
391906 | Zig:20   | Killed Ebax the pandemonium lord
391907 | Zig:20   | Noticed Marruuli the pandemonium lord
391907 | Zig:20   | Noticed Guonk the pandemonium lord
391907 | Zig:20   | Killed Muajunu the pandemonium lord
391908 | Zig:20   | Noticed Byfoos the pandemonium lord
391908 | Zig:20   | Killed Ryex the pandemonium lord
391909 | Zig:20   | Noticed Ecesyluim the pandemonium lord
391911 | Zig:20   | Noticed Fotwydib the pandemonium lord
391911 | Zig:20   | Noticed Zegowny the pandemonium lord
391911 | Zig:20   | Killed Guonk the pandemonium lord
391912 | Zig:20   | Noticed Nieclen the pandemonium lord
391912 | Zig:20   | Killed Marruuli the pandemonium lord
391914 | Zig:20   | Noticed Yjian the pandemonium lord
391914 | Zig:20   | Killed Zuf Viel the pandemonium lord
391915 | Zig:20   | Killed Uthrasid the pandemonium lord
391916 | Zig:20   | Killed Nypiff the pandemonium lord
391919 | Zig:20   | Killed Uduhacim the pandemonium lord
391922 | Zig:20   | Killed Qocaelya the pandemonium lord
391924 | Zig:20   | Noticed Hiso the pandemonium lord
391925 | Zig:20   | Noticed Setunet the pandemonium lord
391928 | Zig:20   | Killed Hiso the pandemonium lord
391928 | Zig:20   | Killed Zicih the pandemonium lord
391928 | Zig:20   | Killed Mewn the pandemonium lord
391929 | Zig:20   | Killed Zegowny the pandemonium lord
391930 | Zig:20   | Killed Fotwydib the pandemonium lord
391930 | Zig:20   | Killed Nieclen the pandemonium lord
391930 | Zig:20   | Killed Setunet the pandemonium lord
391930 | Zig:20   | Killed Ecesyluim the pandemonium lord
391931 | Zig:20   | Noticed Mirphip the pandemonium lord
391931 | Zig:20   | Noticed Ykiro the pandemonium lord
391934 | Zig:20   | Killed Yjian the pandemonium lord
391934 | Zig:20   | Killed Ykiro the pandemonium lord
391941 | Zig:20   | Noticed Kogym the pandemonium lord
391942 | Zig:20   | Noticed Zoneggam the pandemonium lord
391942 | Zig:20   | Noticed Jiqeoqoh the pandemonium lord
391945 | Zig:20   | Noticed Tewojir the pandemonium lord
391945 | Zig:20   | Noticed Zepleotu the pandemonium lord
391947 | Zig:20   | Killed Mirphip the pandemonium lord
391948 | Zig:20   | Noticed Ibaukop the pandemonium lord
391949 | Zig:20   | Noticed Qora the pandemonium lord
391950 | Zig:20   | Noticed Bulaad the pandemonium lord
391950 | Zig:20   | Killed Bulaad the pandemonium lord
391950 | Zig:20   | Killed Qora the pandemonium lord
391950 | Zig:20   | Killed Byfoos the pandemonium lord
391950 | Zig:20   | Killed Kogym the pandemonium lord
391952 | Zig:20   | Killed Ibaukop the pandemonium lord
391953 | Zig:20   | Noticed Numixuni the pandemonium lord
391954 | Zig:20   | Noticed Lonaum the pandemonium lord
391954 | Zig:20   | Killed Zepleotu the pandemonium lord
391955 | Zig:20   | Noticed Curuti the pandemonium lord
391955 | Zig:20   | Killed Zoneggam the pandemonium lord
391956 | Zig:20   | Killed Jiqeoqoh the pandemonium lord
391956 | Zig:20   | Killed Curuti the pandemonium lord
391958 | Zig:20   | Noticed Wien Siqioz the pandemonium lord
391958 | Zig:20   | Killed Byrchiwapn the pandemonium lord
391958 | Zig:20   | Killed Lonaum the pandemonium lord
391959 | Zig:20   | Noticed Saman the pandemonium lord
391961 | Zig:20   | Noticed Typaciuj the pandemonium lord
391963 | Zig:20   | Noticed Geask the pandemonium lord
391963 | Zig:20   | Killed Typaciuj the pandemonium lord
391963 | Zig:20   | Killed Ravaz the pandemonium lord
391964 | Zig:20   | Killed Numixuni the pandemonium lord
391965 | Zig:20   | Noticed Teme the pandemonium lord
391965 | Zig:20   | Killed Wien Siqioz the pandemonium lord
391968 | Zig:20   | Killed Teme the pandemonium lord
391968 | Zig:20   | Killed Tewojir the pandemonium lord
391968 | Zig:20   | Killed Saman the pandemonium lord
391969 | Zig:20   | Noticed Buc Fung the pandemonium lord
391972 | Zig:20   | Killed Geask the pandemonium lord
391972 | Zig:20   | Killed Hiwymog the pandemonium lord
391973 | Zig:20   | Killed Buc Fung the pandemonium lord
391978 | Zig:20   | Noticed Rury Ju Kou the pandemonium lord
391980 | Zig:20   | Noticed Zuesopi the pandemonium lord
391980 | Zig:20   | Killed Zuesopi the pandemonium lord
391983 | Zig:20   | Killed Rury Ju Kou the pandemonium lord
392052 | Zig:20   | Got a flickering jade ring
392054 | Zig:20   | Identified the ring "Kegax" {MP+9 Slay+2 Stlth-} (You found it on level 20 of a ziggurat)
392244 | Zig:21   | Entered Level 21 of a ziggurat
392244 | Zig:21   | Noticed a juggernaut
392244 | Zig:21   | Noticed a juggernaut
392244 | Zig:21   | Noticed a juggernaut
392244 | Zig:21   | Noticed a juggernaut
392244 | Zig:21   | Noticed a juggernaut
392244 | Zig:21   | Noticed a juggernaut
392244 | Zig:21   | Noticed a juggernaut
392247 | Zig:21   | Noticed a juggernaut
392247 | Zig:21   | Noticed a juggernaut
392251 | Zig:21   | Killed a juggernaut
392251 | Zig:21   | Killed a juggernaut
392251 | Zig:21   | Killed a juggernaut
392251 | Zig:21   | Killed a juggernaut
392251 | Zig:21   | Killed a juggernaut
392251 | Zig:21   | Killed a juggernaut
392251 | Zig:21   | Killed a juggernaut
392251 | Zig:21   | Killed a juggernaut
392252 | Zig:21   | Noticed a juggernaut
392252 | Zig:21   | Noticed a juggernaut
392252 | Zig:21   | Noticed a juggernaut
392253 | Zig:21   | Noticed a juggernaut
392254 | Zig:21   | Noticed a juggernaut
392254 | Zig:21   | Noticed a juggernaut
392254 | Zig:21   | Noticed a juggernaut
392254 | Zig:21   | Noticed a juggernaut
392254 | Zig:21   | Noticed a juggernaut
392254 | Zig:21   | Noticed a juggernaut
392255 | Zig:21   | Noticed a juggernaut
392255 | Zig:21   | Noticed a juggernaut
392256 | Zig:21   | Noticed a juggernaut
392258 | Zig:21   | Noticed a juggernaut
392259 | Zig:21   | Noticed a juggernaut
392259 | Zig:21   | Noticed a juggernaut
392260 | Zig:21   | Noticed a juggernaut
392261 | Zig:21   | Killed a juggernaut
392261 | Zig:21   | Killed a juggernaut
392261 | Zig:21   | Killed a juggernaut
392261 | Zig:21   | Killed a juggernaut
392261 | Zig:21   | Killed a juggernaut
392261 | Zig:21   | Killed a juggernaut
392261 | Zig:21   | Killed a juggernaut
392261 | Zig:21   | Killed a juggernaut
392261 | Zig:21   | Killed a juggernaut
392261 | Zig:21   | Killed a juggernaut
392261 | Zig:21   | Killed a juggernaut
392261 | Zig:21   | Killed a juggernaut
392261 | Zig:21   | Killed a juggernaut
392262 | Zig:21   | Noticed a juggernaut
392262 | Zig:21   | Noticed a juggernaut
392262 | Zig:21   | Noticed a juggernaut
392262 | Zig:21   | Noticed a juggernaut
392263 | Zig:21   | Noticed a juggernaut
392264 | Zig:21   | Noticed a juggernaut
392264 | Zig:21   | Noticed a juggernaut
392264 | Zig:21   | Noticed a juggernaut
392265 | Zig:21   | Noticed a juggernaut
392265 | Zig:21   | Noticed a juggernaut
392268 | Zig:21   | Noticed a juggernaut
392270 | Zig:21   | Killed a juggernaut
392270 | Zig:21   | Killed a juggernaut
392270 | Zig:21   | Killed a juggernaut
392270 | Zig:21   | Killed a juggernaut
392270 | Zig:21   | Killed a juggernaut
392270 | Zig:21   | Killed a juggernaut
392270 | Zig:21   | Killed a juggernaut
392270 | Zig:21   | Killed a juggernaut
392270 | Zig:21   | Killed a juggernaut
392271 | Zig:21   | Noticed a juggernaut
392273 | Zig:21   | Noticed a juggernaut
392273 | Zig:21   | Noticed a juggernaut
392274 | Zig:21   | Killed a juggernaut
392275 | Zig:21   | Noticed a juggernaut
392275 | Zig:21   | Killed a juggernaut
392275 | Zig:21   | Killed a juggernaut
392275 | Zig:21   | Killed a juggernaut
392275 | Zig:21   | Killed a juggernaut
392275 | Zig:21   | Killed a juggernaut
392275 | Zig:21   | Killed a juggernaut
392275 | Zig:21   | Killed a juggernaut
392275 | Zig:21   | Killed a juggernaut
392275 | Zig:21   | Killed a juggernaut
392276 | Zig:21   | Noticed a juggernaut
392276 | Zig:21   | Noticed a juggernaut
392279 | Zig:21   | Noticed a juggernaut
392279 | Zig:21   | Noticed a juggernaut
392279 | Zig:21   | Killed a juggernaut
392280 | Zig:21   | Killed a juggernaut
392280 | Zig:21   | Killed a juggernaut
392280 | Zig:21   | Killed a juggernaut
392280 | Zig:21   | Killed a juggernaut
392281 | Zig:21   | Noticed a juggernaut
392281 | Zig:21   | Noticed a juggernaut
392282 | Zig:21   | Noticed a juggernaut
392282 | Zig:21   | Noticed a juggernaut
392283 | Zig:21   | Noticed a juggernaut
392283 | Zig:21   | Noticed a juggernaut
392283 | Zig:21   | Noticed a juggernaut
392283 | Zig:21   | Noticed a juggernaut
392285 | Zig:21   | Noticed a juggernaut
392286 | Zig:21   | Noticed a juggernaut
392286 | Zig:21   | Noticed a juggernaut
392288 | Zig:21   | Noticed a juggernaut
392294 | Zig:21   | Killed a juggernaut
392294 | Zig:21   | Killed a juggernaut
392294 | Zig:21   | Killed a juggernaut
392294 | Zig:21   | Killed a juggernaut
392294 | Zig:21   | Killed a juggernaut
392294 | Zig:21   | Killed a juggernaut
392294 | Zig:21   | Killed a juggernaut
392294 | Zig:21   | Killed a juggernaut
392294 | Zig:21   | Killed a juggernaut
392295 | Zig:21   | Noticed a juggernaut
392295 | Zig:21   | Noticed a juggernaut
392298 | Zig:21   | Noticed a juggernaut
392298 | Zig:21   | Killed a juggernaut
392302 | Zig:21   | Killed a juggernaut
392302 | Zig:21   | Killed a juggernaut
392302 | Zig:21   | Killed a juggernaut
392302 | Zig:21   | Killed a juggernaut
392302 | Zig:21   | Killed a juggernaut
392303 | Zig:21   | Noticed a juggernaut
392304 | Zig:21   | Noticed a juggernaut
392305 | Zig:21   | Noticed a juggernaut
392313 | Zig:21   | Killed a juggernaut
392315 | Zig:21   | Killed a juggernaut
392315 | Zig:21   | Killed a juggernaut
392320 | Zig:21   | Noticed a juggernaut
392328 | Zig:21   | Killed a juggernaut
392366 | Zig:21   | Got a shimmering silver ring
392371 | Zig:21   | Identified the ring "Agetekk" {rElec rC+ MR+ Stlth+} (You found it on level 21 of a ziggurat)
392434 | Zig:21   | Got a glittering ivory ring
392435 | Zig:21   | Identified the ring of Biorr {*Tele rN+} (You found it on level 21 of a ziggurat)
392582 | Zig:22   | Entered Level 22 of a ziggurat
392653 | Zig:22   | Noticed Ylaru the pandemonium lord
392661 | Zig:22   | Killed Ylaru the pandemonium lord
392702 | Zig:22   | Identified the Compendium of Companions
392743 | Zig:22   | Got a shimmering pewter amulet
392744 | Zig:22   | Identified the amulet "Balierop" {Gourm rC+} (You found it on level 22 of a ziggurat)
392764 | Zig:22   | Identified the Tome of Aerial Darkness
392767 | Zig:22   | Identified the Guide on Malediction
392858 | Zig:23   | Entered Level 23 of a ziggurat
392904 | Zig:23   | Got a clouded iron ring
392906 | Zig:23   | Identified the ring "Wiqiergh" {Str+4 Dex+4} (You found it on level 23 of a ziggurat)
392924 | Zig:23   | Identified Sif Muna's Almanac of Air and Translocation
392928 | Zig:23   | Got a pitted golden ring
392930 | Zig:23   | Identified the ring "Rugg" {*Tele rF+ Int+3} (You found it on level 23 of a ziggurat)
392938 | Zig:23   | Got a coiled steel amulet
392939 | Zig:23   | Identified the amulet of Nunnex {Faith Int+3 Dex-2} (You found it on level 23 of a ziggurat)
393033 | Zig:23   | Identified Unil's Guide on Spatial Calling
393047 | Zig:23   | Got a warped jade ring
393048 | Zig:23   | Identified the cursed ring "Xiefihixt" {rN+ MR+ Int+3 Dex-3} (You found it on level 23 of a ziggurat)
393116 | Zig:23   | Identified Heukuup's Beginning Course on the Arcane Arts
393125 | Zig:24   | Entered Level 24 of a ziggurat
393177 | Zig:24   | Identified the Volume of Companions and Curses
393304 | Zig:24   | Got a vibrating glass ring
393305 | Zig:24   | Identified the ring "Fexzug" {Int+3 Dex+3} (You found it on level 24 of a ziggurat)
393325 | Zig:24   | Got a pitted silver amulet
393326 | Zig:24   | Identified the amulet "Dofrex" {Spirit rElec Str-4 Int+3} (You found it on level 24 of a ziggurat)
393408 | Zig:24   | Got a clouded copper ring
393409 | Zig:24   | Identified the ring "Becioror" {rN+ EV+5 Int+2} (You found it on level 24 of a ziggurat)
393421 | Zig:24   | Got a brightly glowing iron ring
393422 | Zig:24   | Identified the cursed ring of Tender Moments {rC+ rN+ Str-4 Int-5} (You found it on level 24 of a ziggurat)
393428 | Zig:24   | Identified the Disquisition on Cloudy Clay
393461 | Zig:24   | Identified the Papyrus of Feathers and Arcane Weapons
393472 | Zig:25   | Entered Level 25 of a ziggurat
393516 | Zig:25   | Got a shimmering silver ring
393518 | Zig:25   | Identified the ring of Moumuot {rElec rN+ Str+2} (You found it on level 25 of a ziggurat)
393529 | Zig:25   | Got a steaming diamond amulet
393530 | Zig:25   | Identified the amulet "Fejorodgh" {Gourm rPois} (You found it on level 25 of a ziggurat)
393566 | Zig:25   | Got a coiled lapis lazuli ring
393567 | Zig:25   | Identified the ring "Uvadwiep" {rElec Int+3} (You found it on level 25 of a ziggurat)
393572 | Zig:25   | Got a sparkling diamond amulet
393573 | Zig:25   | Identified the amulet "Siqy" {Gourm rC+} (You found it on level 25 of a ziggurat)
393579 | Zig:25   | Got a crude lead ring
393580 | Zig:25   | Identified the ring of Vacason {+Blink rC+} (You found it on level 25 of a ziggurat)
393782 | Zig:25   | Identified the +2 helmet "Uteeq" {Regen+ Str+6 Int+2 Slay-5} (You found it on level 25 of a ziggurat)
393822 | Zig:26   | Entered Level 26 of a ziggurat
393822 | Zig:26   | Noticed an ancient lich
393822 | Zig:26   | Noticed an ancient lich
393822 | Zig:26   | Noticed an ancient lich
393822 | Zig:26   | Noticed an ancient lich
393822 | Zig:26   | Noticed an ancient lich
393822 | Zig:26   | Noticed an ancient lich
393822 | Zig:26   | Noticed an ancient lich
393822 | Zig:26   | Noticed an ancient lich
393822 | Zig:26   | Noticed an ancient lich
393822 | Zig:26   | Noticed an ancient lich
393822 | Zig:26   | Noticed an ancient lich
393822 | Zig:26   | Noticed an ancient lich
393822 | Zig:26   | Noticed an ancient lich
393822 | Zig:26   | Noticed an ancient lich
393822 | Zig:26   | Noticed an ancient lich
393822 | Zig:26   | Noticed an ancient lich
393823 | Zig:26   | Killed an ancient lich
393823 | Zig:26   | Killed an ancient lich
393823 | Zig:26   | Killed an ancient lich
393823 | Zig:26   | Killed an ancient lich
393823 | Zig:26   | Killed an ancient lich
393823 | Zig:26   | Killed an ancient lich
393823 | Zig:26   | Noticed an ancient lich
393824 | Zig:26   | Noticed an ancient lich
393824 | Zig:26   | Noticed an ancient lich
393824 | Zig:26   | Noticed an ancient lich
393824 | Zig:26   | Noticed an ancient lich
393824 | Zig:26   | Noticed an ancient lich
393825 | Zig:26   | Killed an ancient lich
393825 | Zig:26   | Killed an ancient lich
393825 | Zig:26   | Killed an ancient lich
393825 | Zig:26   | Killed an ancient lich
393825 | Zig:26   | Killed an ancient lich
393825 | Zig:26   | Killed an ancient lich
393825 | Zig:26   | Killed an ancient lich
393825 | Zig:26   | Killed an ancient lich
393825 | Zig:26   | Killed an ancient lich
393825 | Zig:26   | Killed an ancient lich
393825 | Zig:26   | Killed an ancient lich
393825 | Zig:26   | Killed an ancient lich
393826 | Zig:26   | Noticed an ancient lich
393826 | Zig:26   | Noticed an ancient lich
393826 | Zig:26   | Noticed an ancient lich
393827 | Zig:26   | Noticed an ancient lich
393828 | Zig:26   | Noticed an ancient lich
393828 | Zig:26   | Killed an ancient lich
393829 | Zig:26   | Noticed an ancient lich
393829 | Zig:26   | Noticed an ancient lich
393829 | Zig:26   | Noticed an ancient lich
393829 | Zig:26   | Noticed an ancient lich
393829 | Zig:26   | Noticed an ancient lich
393829 | Zig:26   | Noticed an ancient lich
393829 | Zig:26   | Killed an ancient lich
393829 | Zig:26   | Killed an ancient lich
393830 | Zig:26   | Noticed an ancient lich
393830 | Zig:26   | Noticed an ancient lich
393830 | Zig:26   | Noticed an ancient lich
393830 | Zig:26   | Killed an ancient lich
393830 | Zig:26   | Killed an ancient lich
393830 | Zig:26   | Killed an ancient lich
393831 | Zig:26   | Noticed an ancient lich
393831 | Zig:26   | Noticed an ancient lich
393831 | Zig:26   | Noticed an ancient lich
393831 | Zig:26   | Noticed an ancient lich
393831 | Zig:26   | Killed an ancient lich
393831 | Zig:26   | Killed an ancient lich
393831 | Zig:26   | Killed an ancient lich
393832 | Zig:26   | Noticed an ancient lich
393832 | Zig:26   | Noticed an ancient lich
393832 | Zig:26   | Noticed an ancient lich
393832 | Zig:26   | Noticed an ancient lich
393833 | Zig:26   | Noticed an ancient lich
393833 | Zig:26   | Noticed an ancient lich
393833 | Zig:26   | Noticed an ancient lich
393833 | Zig:26   | Noticed an ancient lich
393833 | Zig:26   | Noticed an ancient lich
393833 | Zig:26   | Noticed an ancient lich
393834 | Zig:26   | Noticed an ancient lich
393834 | Zig:26   | Noticed an ancient lich
393834 | Zig:26   | Killed an ancient lich
393834 | Zig:26   | Killed an ancient lich
393834 | Zig:26   | Killed an ancient lich
393834 | Zig:26   | Killed an ancient lich
393834 | Zig:26   | Killed an ancient lich
393834 | Zig:26   | Killed an ancient lich
393834 | Zig:26   | Killed an ancient lich
393834 | Zig:26   | Killed an ancient lich
393834 | Zig:26   | Killed an ancient lich
393834 | Zig:26   | Killed an ancient lich
393834 | Zig:26   | Killed an ancient lich
393834 | Zig:26   | Killed an ancient lich
393834 | Zig:26   | Killed an ancient lich
393834 | Zig:26   | Noticed an ancient lich
393834 | Zig:26   | Noticed an ancient lich
393834 | Zig:26   | Noticed an ancient lich
393835 | Zig:26   | Noticed an ancient lich
393835 | Zig:26   | Noticed an ancient lich
393836 | Zig:26   | Noticed an ancient lich
393836 | Zig:26   | Noticed an ancient lich
393836 | Zig:26   | Noticed an ancient lich
393836 | Zig:26   | Killed an ancient lich
393836 | Zig:26   | Killed an ancient lich
393836 | Zig:26   | Killed an ancient lich
393836 | Zig:26   | Killed an ancient lich
393837 | Zig:26   | Noticed an ancient lich
393837 | Zig:26   | Noticed an ancient lich
393837 | Zig:26   | Noticed an ancient lich
393837 | Zig:26   | Noticed an ancient lich
393837 | Zig:26   | Noticed an ancient lich
393837 | Zig:26   | Noticed an ancient lich
393837 | Zig:26   | Noticed an ancient lich
393837 | Zig:26   | Killed an ancient lich
393837 | Zig:26   | Killed an ancient lich
393837 | Zig:26   | Killed an ancient lich
393837 | Zig:26   | Killed an ancient lich
393837 | Zig:26   | Killed an ancient lich
393838 | Zig:26   | Noticed an ancient lich
393838 | Zig:26   | Noticed an ancient lich
393838 | Zig:26   | Noticed an ancient lich
393838 | Zig:26   | Killed an ancient lich
393838 | Zig:26   | Killed an ancient lich
393838 | Zig:26   | Killed an ancient lich
393838 | Zig:26   | Killed an ancient lich
393839 | Zig:26   | Noticed an ancient lich
393839 | Zig:26   | Noticed an ancient lich
393839 | Zig:26   | Noticed an ancient lich
393839 | Zig:26   | Noticed an ancient lich
393839 | Zig:26   | Noticed an ancient lich
393839 | Zig:26   | Killed an ancient lich
393839 | Zig:26   | Killed an ancient lich
393839 | Zig:26   | Killed an ancient lich
393839 | Zig:26   | Killed an ancient lich
393840 | Zig:26   | Noticed an ancient lich
393840 | Zig:26   | Noticed an ancient lich
393840 | Zig:26   | Noticed an ancient lich
393840 | Zig:26   | Noticed an ancient lich
393840 | Zig:26   | Noticed an ancient lich
393840 | Zig:26   | Noticed an ancient lich
393840 | Zig:26   | Noticed an ancient lich
393840 | Zig:26   | Noticed an ancient lich
393840 | Zig:26   | Noticed an ancient lich
393840 | Zig:26   | Noticed an ancient lich
393840 | Zig:26   | Killed an ancient lich
393840 | Zig:26   | Killed an ancient lich
393840 | Zig:26   | Killed an ancient lich
393840 | Zig:26   | Killed an ancient lich
393840 | Zig:26   | Killed an ancient lich
393841 | Zig:26   | Noticed an ancient lich
393841 | Zig:26   | Noticed an ancient lich
393841 | Zig:26   | Noticed an ancient lich
393842 | Zig:26   | Noticed an ancient lich
393842 | Zig:26   | Noticed an ancient lich
393842 | Zig:26   | Noticed an ancient lich
393842 | Zig:26   | Noticed an ancient lich
393843 | Zig:26   | Killed an ancient lich
393843 | Zig:26   | Killed an ancient lich
393843 | Zig:26   | Killed an ancient lich
393843 | Zig:26   | Killed an ancient lich
393843 | Zig:26   | Killed an ancient lich
393843 | Zig:26   | Killed an ancient lich
393843 | Zig:26   | Killed an ancient lich
393843 | Zig:26   | Killed an ancient lich
393843 | Zig:26   | Killed an ancient lich
393843 | Zig:26   | Killed an ancient lich
393843 | Zig:26   | Killed an ancient lich
393843 | Zig:26   | Killed an ancient lich
393843 | Zig:26   | Killed an ancient lich
393843 | Zig:26   | Killed an ancient lich
393843 | Zig:26   | Killed an ancient lich
393843 | Zig:26   | Killed an ancient lich
393843 | Zig:26   | Killed an ancient lich
393844 | Zig:26   | Noticed an ancient lich
393844 | Zig:26   | Noticed an ancient lich
393844 | Zig:26   | Noticed an ancient lich
393844 | Zig:26   | Noticed an ancient lich
393844 | Zig:26   | Noticed an ancient lich
393844 | Zig:26   | Noticed an ancient lich
393845 | Zig:26   | Noticed an ancient lich
393845 | Zig:26   | Killed an ancient lich
393845 | Zig:26   | Killed an ancient lich
393845 | Zig:26   | Killed an ancient lich
393845 | Zig:26   | Killed an ancient lich
393845 | Zig:26   | Killed an ancient lich
393845 | Zig:26   | Killed an ancient lich
393845 | Zig:26   | Killed an ancient lich
393845 | Zig:26   | Killed an ancient lich
393845 | Zig:26   | Killed an ancient lich
393845 | Zig:26   | Killed an ancient lich
393845 | Zig:26   | Killed an ancient lich
393845 | Zig:26   | Killed an ancient lich
393845 | Zig:26   | Killed an ancient lich
393846 | Zig:26   | Noticed an ancient lich
393846 | Zig:26   | Noticed an ancient lich
393846 | Zig:26   | Noticed an ancient lich
393846 | Zig:26   | Noticed an ancient lich
393846 | Zig:26   | Noticed an ancient lich
393847 | Zig:26   | Noticed an ancient lich
393847 | Zig:26   | Noticed an ancient lich
393848 | Zig:26   | Killed an ancient lich
393848 | Zig:26   | Killed an ancient lich
393848 | Zig:26   | Killed an ancient lich
393848 | Zig:26   | Killed an ancient lich
393849 | Zig:26   | Noticed an ancient lich
393850 | Zig:26   | Noticed an ancient lich
393850 | Zig:26   | Killed an ancient lich
393850 | Zig:26   | Killed an ancient lich
393850 | Zig:26   | Killed an ancient lich
393850 | Zig:26   | Killed an ancient lich
393850 | Zig:26   | Killed an ancient lich
393850 | Zig:26   | Killed an ancient lich
393851 | Zig:26   | Killed an ancient lich
393851 | Zig:26   | Killed an ancient lich
393852 | Zig:26   | Noticed an ancient lich
393854 | Zig:26   | Killed an ancient lich
393854 | Zig:26   | Killed an ancient lich
393854 | Zig:26   | Killed an ancient lich
393854 | Zig:26   | Killed an ancient lich
393869 | Zig:26   | Identified the +2 helmet "Temajot" {rC+} (You found it on level 26 of a ziggurat)
393871 | Zig:26   | Got an ancient tin ring
393873 | Zig:26   | Identified the ring "Nooh" {Str+2 Slay+4} (You found it on level 26 of a ziggurat)
393923 | Zig:26   | Got a twitching iron ring
393924 | Zig:26   | Identified the ring "Hero's Friend" {rPois MR++ Str+3} (You found it on level 26 of a ziggurat)
393964 | Zig:26   | Got a brightly glowing golden ring
393965 | Zig:26   | Identified the ring of Propriety {*Tele MR+ Int+4} (You found it on level 26 of a ziggurat)
394071 | Zig:27   | Entered Level 27 of a ziggurat
394071 | Zig:27   | Noticed a greater mummy
394071 | Zig:27   | Noticed a greater mummy
394071 | Zig:27   | Noticed a greater mummy
394073 | Zig:27   | Noticed a greater mummy
394073 | Zig:27   | Noticed a greater mummy
394073 | Zig:27   | Noticed a greater mummy
394073 | Zig:27   | Noticed a greater mummy
394074 | Zig:27   | Noticed a greater mummy
394074 | Zig:27   | Noticed a greater mummy
394074 | Zig:27   | Killed a greater mummy
394075 | Zig:27   | Noticed a greater mummy
394075 | Zig:27   | Noticed a greater mummy
394075 | Zig:27   | Killed a greater mummy
394075 | Zig:27   | Killed a greater mummy
394076 | Zig:27   | Noticed a greater mummy
394076 | Zig:27   | Noticed a greater mummy
394076 | Zig:27   | Killed a greater mummy
394077 | Zig:27   | Noticed a greater mummy
394077 | Zig:27   | Noticed a greater mummy
394077 | Zig:27   | Killed a greater mummy
394077 | Zig:27   | Killed a greater mummy
394078 | Zig:27   | Noticed a greater mummy
394078 | Zig:27   | Noticed a greater mummy
394078 | Zig:27   | Noticed a greater mummy
394078 | Zig:27   | Killed a greater mummy
394078 | Zig:27   | Killed a greater mummy
394078 | Zig:27   | Killed a greater mummy
394078 | Zig:27   | Killed a greater mummy
394078 | Zig:27   | Killed a greater mummy
394078 | Zig:27   | Killed a greater mummy
394078 | Zig:27   | Killed a greater mummy
394078 | Zig:27   | Killed a greater mummy
394078 | Zig:27   | Killed a greater mummy
394079 | Zig:27   | Noticed a greater mummy
394080 | Zig:27   | Noticed a greater mummy
394080 | Zig:27   | Noticed a greater mummy
394080 | Zig:27   | Noticed a greater mummy
394081 | Zig:27   | Noticed a greater mummy
394082 | Zig:27   | Noticed a greater mummy
394082 | Zig:27   | Killed a greater mummy
394082 | Zig:27   | Killed a greater mummy
394082 | Zig:27   | Killed a greater mummy
394084 | Zig:27   | Noticed a greater mummy
394084 | Zig:27   | Killed a greater mummy
394084 | Zig:27   | Killed a greater mummy
394085 | Zig:27   | Noticed a greater mummy
394085 | Zig:27   | Noticed a greater mummy
394085 | Zig:27   | Noticed a greater mummy
394085 | Zig:27   | Noticed a greater mummy
394085 | Zig:27   | Noticed a greater mummy
394085 | Zig:27   | Noticed a greater mummy
394085 | Zig:27   | Killed a greater mummy
394085 | Zig:27   | Killed a greater mummy
394085 | Zig:27   | Killed a greater mummy
394085 | Zig:27   | Killed a greater mummy
394086 | Zig:27   | Noticed a greater mummy
394087 | Zig:27   | Noticed a greater mummy
394087 | Zig:27   | Noticed a greater mummy
394087 | Zig:27   | Noticed a greater mummy
394088 | Zig:27   | Noticed a greater mummy
394088 | Zig:27   | Noticed a greater mummy
394088 | Zig:27   | Noticed a greater mummy
394088 | Zig:27   | Noticed a greater mummy
394088 | Zig:27   | Noticed a greater mummy
394089 | Zig:27   | Noticed a greater mummy
394089 | Zig:27   | Noticed a greater mummy
394091 | Zig:27   | Killed a greater mummy
394091 | Zig:27   | Killed a greater mummy
394091 | Zig:27   | Killed a greater mummy
394091 | Zig:27   | Killed a greater mummy
394091 | Zig:27   | Killed a greater mummy
394091 | Zig:27   | Killed a greater mummy
394091 | Zig:27   | Killed a greater mummy
394092 | Zig:27   | Noticed a greater mummy
394092 | Zig:27   | Noticed a greater mummy
394092 | Zig:27   | Noticed a greater mummy
394092 | Zig:27   | Noticed a greater mummy
394092 | Zig:27   | Killed a greater mummy
394092 | Zig:27   | Killed a greater mummy
394092 | Zig:27   | Killed a greater mummy
394092 | Zig:27   | Killed a greater mummy
394092 | Zig:27   | Killed a greater mummy
394092 | Zig:27   | Killed a greater mummy
394092 | Zig:27   | Killed a greater mummy
394093 | Zig:27   | Noticed a greater mummy
394094 | Zig:27   | Killed a greater mummy
394094 | Zig:27   | Killed a greater mummy
394095 | Zig:27   | Noticed a greater mummy
394095 | Zig:27   | Noticed a greater mummy
394095 | Zig:27   | Noticed a greater mummy
394095 | Zig:27   | Killed a greater mummy
394095 | Zig:27   | Killed a greater mummy
394096 | Zig:27   | Noticed a greater mummy
394096 | Zig:27   | Noticed a greater mummy
394096 | Zig:27   | Noticed a greater mummy
394096 | Zig:27   | Killed a greater mummy
394096 | Zig:27   | Killed a greater mummy
394096 | Zig:27   | Killed a greater mummy
394097 | Zig:27   | Noticed a greater mummy
394097 | Zig:27   | Noticed a greater mummy
394097 | Zig:27   | Noticed a greater mummy
394097 | Zig:27   | Killed a greater mummy
394098 | Zig:27   | Noticed a greater mummy
394098 | Zig:27   | Noticed a greater mummy
394098 | Zig:27   | Noticed a greater mummy
394098 | Zig:27   | Noticed a greater mummy
394098 | Zig:27   | Noticed a greater mummy
394099 | Zig:27   | Noticed a greater mummy
394099 | Zig:27   | Killed a greater mummy
394099 | Zig:27   | Killed a greater mummy
394099 | Zig:27   | Killed a greater mummy
394099 | Zig:27   | Killed a greater mummy
394099 | Zig:27   | Killed a greater mummy
394099 | Zig:27   | Killed a greater mummy
394099 | Zig:27   | Killed a greater mummy
394099 | Zig:27   | Killed a greater mummy
394100 | Zig:27   | Killed a greater mummy
394100 | Zig:27   | Killed a greater mummy
394101 | Zig:27   | Killed a greater mummy
394101 | Zig:27   | Killed a greater mummy
394101 | Zig:27   | Killed a greater mummy
394102 | Zig:27   | Noticed a greater mummy
394102 | Zig:27   | Noticed a greater mummy
394102 | Zig:27   | Noticed a greater mummy
394102 | Zig:27   | Killed a greater mummy
394102 | Zig:27   | Killed a greater mummy
394103 | Zig:27   | Noticed a greater mummy
394103 | Zig:27   | Noticed a greater mummy
394103 | Zig:27   | Killed a greater mummy
394104 | Zig:27   | Noticed a greater mummy
394106 | Zig:27   | Killed a greater mummy
394106 | Zig:27   | Killed a greater mummy
394106 | Zig:27   | Killed a greater mummy
394108 | Zig:27   | Killed a greater mummy
394109 | Zig:27   | Killed a greater mummy
394109 | Zig:27   | Killed a greater mummy
394137 | Zig:27   | Got a flickering platinum amulet
394138 | Zig:27   | Identified the amulet "Ittaj" {Faith rC+} (You found it on level 27 of a ziggurat)
394227 | Zig:27   | Identified the cursed +0 broad axe of the Shallot {freeze, *Noise Dex+10 Stlth-} (You found it on level 27 of a ziggurat)
394295 | Depths:2 | Identified the +2 pair of boots of a ziggurat {Dex+3} (You acquired it on level 2 of the Depths)
394296 | Depths:2 | Identified the +1 cloak "Ilaviet" {rF+ Int+3 Slay+2 Stlth+} (You acquired it on level 2 of the Depths)
394380 | Zig:1    | Entered Level 1 of a ziggurat
394441 | Zig:2    | Entered Level 2 of a ziggurat
394503 | Zig:3    | Entered Level 3 of a ziggurat
394587 | Zig:4    | Entered Level 4 of a ziggurat
394705 | Zig:5    | Entered Level 5 of a ziggurat
394854 | Zig:6    | Entered Level 6 of a ziggurat
394972 | Zig:6    | Identified the cursed +1 crystal plate armour of Objectivity {Str+4} (You found it on level 6 of a ziggurat)
394989 | Zig:7    | Entered Level 7 of a ziggurat
394989 | Zig:7    | Noticed a juggernaut
394989 | Zig:7    | Noticed a juggernaut
394989 | Zig:7    | Noticed a juggernaut
394989 | Zig:7    | Noticed a juggernaut
394989 | Zig:7    | Noticed a juggernaut
394989 | Zig:7    | Noticed a juggernaut
394989 | Zig:7    | Noticed a juggernaut
394989 | Zig:7    | Noticed a juggernaut
394991 | Zig:7    | Noticed a juggernaut
394999 | Zig:7    | Killed a juggernaut
395002 | Zig:7    | Killed a juggernaut
395002 | Zig:7    | Killed a juggernaut
395002 | Zig:7    | Killed a juggernaut
395002 | Zig:7    | Killed a juggernaut
395002 | Zig:7    | Killed a juggernaut
395002 | Zig:7    | Killed a juggernaut
395002 | Zig:7    | Killed a juggernaut
395003 | Zig:7    | Noticed a juggernaut
395004 | Zig:7    | Noticed a juggernaut
395004 | Zig:7    | Noticed a juggernaut
395004 | Zig:7    | Noticed a juggernaut
395004 | Zig:7    | Noticed a juggernaut
395004 | Zig:7    | Noticed a juggernaut
395005 | Zig:7    | Noticed a juggernaut
395005 | Zig:7    | Noticed a juggernaut
395007 | Zig:7    | Noticed a juggernaut
395009 | Zig:7    | Killed a juggernaut
395009 | Zig:7    | Killed a juggernaut
395009 | Zig:7    | Killed a juggernaut
395009 | Zig:7    | Killed a juggernaut
395009 | Zig:7    | Killed a juggernaut
395009 | Zig:7    | Killed a juggernaut
395009 | Zig:7    | Killed a juggernaut
395009 | Zig:7    | Killed a juggernaut
395009 | Zig:7    | Killed a juggernaut
395009 | Zig:7    | Killed a juggernaut
395010 | Zig:7    | Noticed a juggernaut
395010 | Zig:7    | Noticed a juggernaut
395019 | Zig:7    | Noticed a juggernaut
395022 | Zig:7    | Killed a juggernaut
395022 | Zig:7    | Killed a juggernaut
395022 | Zig:7    | Killed a juggernaut
395052 | Zig:7    | Got a shimmering bone ring
395054 | Zig:7    | Identified the ring of Vieraetz {rElec rC+ Str+6 Stlth+} (You found it on level 7 of a ziggurat)
395164 | Zig:8    | Entered Level 8 of a ziggurat
395164 | Zig:8    | Noticed an ancient lich
395164 | Zig:8    | Noticed an ancient lich
395164 | Zig:8    | Noticed an ancient lich
395164 | Zig:8    | Noticed an ancient lich
395165 | Zig:8    | Killed an ancient lich
395166 | Zig:8    | Noticed an ancient lich
395167 | Zig:8    | Noticed an ancient lich
395168 | Zig:8    | Killed an ancient lich
395169 | Zig:8    | Noticed an ancient lich
395169 | Zig:8    | Killed an ancient lich
395170 | Zig:8    | Noticed an ancient lich
395170 | Zig:8    | Noticed an ancient lich
395170 | Zig:8    | Noticed an ancient lich
395170 | Zig:8    | Noticed an ancient lich
395170 | Zig:8    | Noticed an ancient lich
395171 | Zig:8    | Noticed an ancient lich
395171 | Zig:8    | Killed an ancient lich
395171 | Zig:8    | Killed an ancient lich
395172 | Zig:8    | Noticed an ancient lich
395172 | Zig:8    | Noticed an ancient lich
395172 | Zig:8    | Noticed an ancient lich
395174 | Zig:8    | Noticed an ancient lich
395174 | Zig:8    | Killed an ancient lich
395174 | Zig:8    | Killed an ancient lich
395174 | Zig:8    | Killed an ancient lich
395174 | Zig:8    | Killed an ancient lich
395174 | Zig:8    | Killed an ancient lich
395174 | Zig:8    | Killed an ancient lich
395174 | Zig:8    | Killed an ancient lich
395174 | Zig:8    | Killed an ancient lich
395174 | Zig:8    | Killed an ancient lich
395175 | Zig:8    | Noticed an ancient lich
395175 | Zig:8    | Noticed an ancient lich
395175 | Zig:8    | Killed an ancient lich
395176 | Zig:8    | Killed an ancient lich
395177 | Zig:8    | Noticed an ancient lich
395177 | Zig:8    | Killed an ancient lich
395178 | Zig:8    | Noticed an ancient lich
395179 | Zig:8    | Noticed an ancient lich
395179 | Zig:8    | Noticed an ancient lich
395179 | Zig:8    | Noticed an ancient lich
395179 | Zig:8    | Killed an ancient lich
395180 | Zig:8    | Noticed an ancient lich
395180 | Zig:8    | Killed an ancient lich
395180 | Zig:8    | Killed an ancient lich
395180 | Zig:8    | Killed an ancient lich
395184 | Zig:8    | Killed an ancient lich
395184 | Zig:8    | Killed an ancient lich
395184 | Zig:8    | Killed an ancient lich
395184 | Zig:8    | Killed an ancient lich
395207 | Zig:8    | Identified Sif Muna's Collected Works on the Captivating Birds
395308 | Zig:9    | Entered Level 9 of a ziggurat
395502 | Zig:10   | Entered Level 10 of a ziggurat
395502 | Zig:10   | Noticed an orb of fire
395502 | Zig:10   | Noticed an orb of fire
395502 | Zig:10   | Noticed an orb of fire
395502 | Zig:10   | Noticed an orb of fire
395502 | Zig:10   | Noticed an orb of fire
395502 | Zig:10   | Noticed an orb of fire
395502 | Zig:10   | Noticed an orb of fire
395502 | Zig:10   | Noticed an orb of fire
395502 | Zig:10   | Noticed an orb of fire
395502 | Zig:10   | Noticed an orb of fire
395502 | Zig:10   | Noticed an orb of fire
395502 | Zig:10   | Noticed an orb of fire
395502 | Zig:10   | Noticed an orb of fire
395502 | Zig:10   | Noticed an orb of fire
395502 | Zig:10   | Noticed an orb of fire
395502 | Zig:10   | Noticed an orb of fire
395504 | Zig:10   | Noticed an orb of fire
395504 | Zig:10   | Noticed an orb of fire
395504 | Zig:10   | Noticed an orb of fire
395508 | Zig:10   | Noticed an orb of fire
395508 | Zig:10   | Noticed an orb of fire
395509 | Zig:10   | Killed an orb of fire
395511 | Zig:10   | Killed an orb of fire
395511 | Zig:10   | Killed an orb of fire
395512 | Zig:10   | Noticed an orb of fire
395512 | Zig:10   | Noticed an orb of fire
395512 | Zig:10   | Killed an orb of fire
395513 | Zig:10   | Killed an orb of fire
395514 | Zig:10   | Killed an orb of fire
395516 | Zig:10   | Killed an orb of fire
395516 | Zig:10   | Killed an orb of fire
395516 | Zig:10   | Killed an orb of fire
395517 | Zig:10   | Noticed an orb of fire
395517 | Zig:10   | Noticed an orb of fire
395517 | Zig:10   | Killed an orb of fire
395517 | Zig:10   | Killed an orb of fire
395517 | Zig:10   | Killed an orb of fire
395517 | Zig:10   | Killed an orb of fire
395517 | Zig:10   | Killed an orb of fire
395517 | Zig:10   | Killed an orb of fire
395517 | Zig:10   | Killed an orb of fire
395517 | Zig:10   | Killed an orb of fire
395517 | Zig:10   | Killed an orb of fire
395517 | Zig:10   | Killed an orb of fire
395519 | Zig:10   | Noticed an orb of fire
395520 | Zig:10   | Noticed an orb of fire
395520 | Zig:10   | Killed an orb of fire
395521 | Zig:10   | Noticed an orb of fire
395521 | Zig:10   | Noticed an orb of fire
395522 | Zig:10   | Noticed an orb of fire
395522 | Zig:10   | Noticed an orb of fire
395523 | Zig:10   | Noticed an orb of fire
395523 | Zig:10   | Killed an orb of fire
395524 | Zig:10   | Noticed an orb of fire
395524 | Zig:10   | Killed an orb of fire
395524 | Zig:10   | Killed an orb of fire
395525 | Zig:10   | Noticed an orb of fire
395525 | Zig:10   | Killed an orb of fire
395525 | Zig:10   | Killed an orb of fire
395526 | Zig:10   | Noticed an orb of fire
395526 | Zig:10   | Killed an orb of fire
395526 | Zig:10   | Killed an orb of fire
395527 | Zig:10   | Noticed an orb of fire
395527 | Zig:10   | Killed an orb of fire
395527 | Zig:10   | Killed an orb of fire
395528 | Zig:10   | Noticed an orb of fire
395528 | Zig:10   | Noticed an orb of fire
395528 | Zig:10   | Noticed an orb of fire
395529 | Zig:10   | Noticed an orb of fire
395529 | Zig:10   | Noticed an orb of fire
395529 | Zig:10   | Noticed an orb of fire
395529 | Zig:10   | Killed an orb of fire
395530 | Zig:10   | Noticed an orb of fire
395532 | Zig:10   | Noticed an orb of fire
395532 | Zig:10   | Killed an orb of fire
395532 | Zig:10   | Killed an orb of fire
395533 | Zig:10   | Noticed an orb of fire
395533 | Zig:10   | Noticed an orb of fire
395533 | Zig:10   | Killed an orb of fire
395533 | Zig:10   | Killed an orb of fire
395533 | Zig:10   | Killed an orb of fire
395533 | Zig:10   | Killed an orb of fire
395534 | Zig:10   | Noticed an orb of fire
395534 | Zig:10   | Killed an orb of fire
395534 | Zig:10   | Killed an orb of fire
395534 | Zig:10   | Killed an orb of fire
395535 | Zig:10   | Noticed an orb of fire
395536 | Zig:10   | Noticed an orb of fire
395536 | Zig:10   | Killed an orb of fire
395536 | Zig:10   | Killed an orb of fire
395536 | Zig:10   | Killed an orb of fire
395536 | Zig:10   | Killed an orb of fire
395536 | Zig:10   | Killed an orb of fire
395537 | Zig:10   | Noticed an orb of fire
395538 | Zig:10   | Killed an orb of fire
395538 | Zig:10   | Killed an orb of fire
395538 | Zig:10   | Killed an orb of fire
395540 | Zig:10   | Killed an orb of fire
395541 | Zig:10   | Noticed an orb of fire
395543 | Zig:10   | Noticed an orb of fire
395544 | Zig:10   | Noticed an orb of fire
395545 | Zig:10   | Noticed an orb of fire
395545 | Zig:10   | Noticed an orb of fire
395546 | Zig:10   | Killed an orb of fire
395546 | Zig:10   | Killed an orb of fire
395547 | Zig:10   | Killed an orb of fire
395547 | Zig:10   | Killed an orb of fire
395547 | Zig:10   | Killed an orb of fire
395547 | Zig:10   | Killed an orb of fire
395548 | Zig:10   | Noticed an orb of fire
395548 | Zig:10   | Noticed an orb of fire
395549 | Zig:10   | Noticed an orb of fire
395553 | Zig:10   | Noticed an orb of fire
395553 | Zig:10   | Killed an orb of fire
395553 | Zig:10   | Killed an orb of fire
395553 | Zig:10   | Killed an orb of fire
395553 | Zig:10   | Killed an orb of fire
395554 | Zig:10   | Noticed an orb of fire
395555 | Zig:10   | Killed an orb of fire
395556 | Zig:10   | Noticed an orb of fire
395556 | Zig:10   | Noticed an orb of fire
395557 | Zig:10   | Noticed an orb of fire
395558 | Zig:10   | Noticed an orb of fire
395564 | Zig:10   | Killed an orb of fire
395564 | Zig:10   | Killed an orb of fire
395567 | Zig:10   | Killed an orb of fire
395569 | Zig:10   | Noticed an orb of fire
395574 | Zig:10   | Killed an orb of fire
395574 | Zig:10   | Killed an orb of fire
395577 | Zig:10   | Killed an orb of fire
395602 | Zig:10   | Identified Teqintots's Papyrus of Execration and Augmentations
395608 | Zig:10   | Got a scorched granite ring
395610 | Zig:10   | Identified the cursed ring of Autotheism {+Blink +Fly rElec EV-2 Slay-5} (You found it on level 10 of a ziggurat)
395615 | Zig:10   | Got a wavering pewter ring
395616 | Zig:10   | Identified the ring "Udusuh" {rF+ Str+2 Int+6 Stlth+} (You found it on level 10 of a ziggurat)
395713 | Zig:11   | Entered Level 11 of a ziggurat
395754 | Zig:11   | Got a crude lapis lazuli ring
395756 | Zig:11   | Identified the ring of Due Proportion {Ice Int+8} (You found it on level 11 of a ziggurat)
396018 | Zig:12   | Entered Level 12 of a ziggurat
396217 | Zig:12   | Got a glittering wooden ring
396219 | Zig:12   | Identified the ring "Sinesuph" {rN+ AC+4 Dex+7} (You found it on level 12 of a ziggurat)
396228 | Zig:12   | Identified Wita's Almanac of Bewitching Transmutation
396287 | Zig:12   | Identified the cursed +0 cloak of Refuge {rN+} (You found it on level 12 of a ziggurat)
396317 | Zig:13   | Entered Level 13 of a ziggurat
396317 | Zig:13   | Noticed an ancient lich
396318 | Zig:13   | Killed an ancient lich
396320 | Zig:13   | Paralysed by accursed screaming for 1 turns
396545 | Zig:13   | Paralysed by accursed screaming for 1 turns
396665 | Zig:13   | Got an ancient lapis lazuli ring
396667 | Zig:13   | Identified the ring "Uheso" {+Fly rC+} (You found it on level 13 of a ziggurat)
396678 | Zig:13   | Got a translucent platinum amulet
396679 | Zig:13   | Identified the amulet of Engaus {+Rage rC+} (You found it on level 13 of a ziggurat)
396689 | Zig:13   | Identified Uno Voqe's Compendium of Ghastly Envenoming
396731 | Zig:14   | Entered Level 14 of a ziggurat
396769 | Zig:14   | Identified the Catalogue of Frigorific Unholy Arts
396774 | Zig:14   | Got a sparkling crystal amulet
396775 | Zig:14   | Identified the amulet of Xippydiu {Harm *Drain rPois rF- rN+} (You found it on level 14 of a ziggurat)
396804 | Zig:14   | Got a translucent copper ring
396806 | Zig:14   | Identified the ring "Xuguaz" {MR+ Int+6 Stlth+} (You found it on level 14 of a ziggurat)
396999 | Zig:15   | Entered Level 15 of a ziggurat
396999 | Zig:15   | Noticed an ancient lich
396999 | Zig:15   | Noticed an ancient lich
396999 | Zig:15   | Noticed an ancient lich
396999 | Zig:15   | Noticed an ancient lich
396999 | Zig:15   | Noticed an ancient lich
396999 | Zig:15   | Noticed an ancient lich
396999 | Zig:15   | Noticed an ancient lich
396999 | Zig:15   | Noticed an ancient lich
396999 | Zig:15   | Noticed an ancient lich
397000 | Zig:15   | Killed an ancient lich
397000 | Zig:15   | Killed an ancient lich
397000 | Zig:15   | Killed an ancient lich
397000 | Zig:15   | Killed an ancient lich
397000 | Zig:15   | Killed an ancient lich
397000 | Zig:15   | Killed an ancient lich
397000 | Zig:15   | Killed an ancient lich
397001 | Zig:15   | Noticed an ancient lich
397001 | Zig:15   | Killed an ancient lich
397003 | Zig:15   | Killed an ancient lich
397005 | Zig:15   | Noticed an ancient lich
397006 | Zig:15   | Noticed an ancient lich
397007 | Zig:15   | Noticed an ancient lich
397007 | Zig:15   | Noticed an ancient lich
397008 | Zig:15   | Noticed an ancient lich
397008 | Zig:15   | Noticed an ancient lich
397008 | Zig:15   | Noticed an ancient lich
397008 | Zig:15   | Noticed an ancient lich
397009 | Zig:15   | Noticed an ancient lich
397009 | Zig:15   | Noticed an ancient lich
397010 | Zig:15   | Killed an ancient lich
397010 | Zig:15   | Killed an ancient lich
397010 | Zig:15   | Killed an ancient lich
397010 | Zig:15   | Killed an ancient lich
397010 | Zig:15   | Killed an ancient lich
397010 | Zig:15   | Killed an ancient lich
397010 | Zig:15   | Killed an ancient lich
397010 | Zig:15   | Killed an ancient lich
397010 | Zig:15   | Killed an ancient lich
397011 | Zig:15   | Noticed an ancient lich
397011 | Zig:15   | Noticed an ancient lich
397011 | Zig:15   | Noticed an ancient lich
397012 | Zig:15   | Noticed an ancient lich
397012 | Zig:15   | Killed an ancient lich
397013 | Zig:15   | Noticed an ancient lich
397014 | Zig:15   | Noticed an ancient lich
397014 | Zig:15   | Killed an ancient lich
397015 | Zig:15   | Noticed an ancient lich
397015 | Zig:15   | Noticed an ancient lich
397015 | Zig:15   | Noticed an ancient lich
397015 | Zig:15   | Noticed an ancient lich
397015 | Zig:15   | Noticed an ancient lich
397015 | Zig:15   | Noticed an ancient lich
397015 | Zig:15   | Noticed an ancient lich
397015 | Zig:15   | Killed an ancient lich
397015 | Zig:15   | Noticed an ancient lich
397016 | Zig:15   | Noticed an ancient lich
397016 | Zig:15   | Noticed an ancient lich
397016 | Zig:15   | Killed an ancient lich
397016 | Zig:15   | Killed an ancient lich
397016 | Zig:15   | Killed an ancient lich
397016 | Zig:15   | Killed an ancient lich
397016 | Zig:15   | Killed an ancient lich
397016 | Zig:15   | Noticed an ancient lich
397016 | Zig:15   | Noticed an ancient lich
397017 | Zig:15   | Noticed an ancient lich
397017 | Zig:15   | Noticed an ancient lich
397017 | Zig:15   | Noticed an ancient lich
397018 | Zig:15   | Noticed an ancient lich
397018 | Zig:15   | Killed an ancient lich
397018 | Zig:15   | Killed an ancient lich
397018 | Zig:15   | Killed an ancient lich
397018 | Zig:15   | Killed an ancient lich
397018 | Zig:15   | Killed an ancient lich
397018 | Zig:15   | Killed an ancient lich
397018 | Zig:15   | Killed an ancient lich
397018 | Zig:15   | Killed an ancient lich
397018 | Zig:15   | Killed an ancient lich
397018 | Zig:15   | Killed an ancient lich
397018 | Zig:15   | Killed an ancient lich
397018 | Zig:15   | Killed an ancient lich
397018 | Zig:15   | Killed an ancient lich
397018 | Zig:15   | Killed an ancient lich
397019 | Zig:15   | Noticed an ancient lich
397019 | Zig:15   | Noticed an ancient lich
397019 | Zig:15   | Noticed an ancient lich
397019 | Zig:15   | Noticed an ancient lich
397020 | Zig:15   | Noticed an ancient lich
397021 | Zig:15   | Noticed an ancient lich
397021 | Zig:15   | Killed an ancient lich
397022 | Zig:15   | Noticed an ancient lich
397022 | Zig:15   | Noticed an ancient lich
397022 | Zig:15   | Killed an ancient lich
397023 | Zig:15   | Killed an ancient lich
397024 | Zig:15   | Noticed an ancient lich
397024 | Zig:15   | Noticed an ancient lich
397024 | Zig:15   | Noticed an ancient lich
397024 | Zig:15   | Killed an ancient lich
397024 | Zig:15   | Killed an ancient lich
397024 | Zig:15   | Killed an ancient lich
397025 | Zig:15   | Noticed an ancient lich
397025 | Zig:15   | Noticed an ancient lich
397025 | Zig:15   | Noticed an ancient lich
397025 | Zig:15   | Noticed an ancient lich
397025 | Zig:15   | Killed an ancient lich
397025 | Zig:15   | Killed an ancient lich
397026 | Zig:15   | Noticed an ancient lich
397026 | Zig:15   | Noticed an ancient lich
397026 | Zig:15   | Noticed an ancient lich
397027 | Zig:15   | Noticed an ancient lich
397027 | Zig:15   | Noticed an ancient lich
397028 | Zig:15   | Killed an ancient lich
397028 | Zig:15   | Killed an ancient lich
397028 | Zig:15   | Killed an ancient lich
397028 | Zig:15   | Killed an ancient lich
397028 | Zig:15   | Killed an ancient lich
397028 | Zig:15   | Killed an ancient lich
397028 | Zig:15   | Killed an ancient lich
397028 | Zig:15   | Killed an ancient lich
397028 | Zig:15   | Killed an ancient lich
397031 | Zig:15   | Killed an ancient lich
397031 | Zig:15   | Killed an ancient lich
397031 | Zig:15   | Killed an ancient lich
397032 | Zig:15   | Killed an ancient lich
397032 | Zig:15   | Killed an ancient lich
397032 | Zig:15   | Killed an ancient lich
397060 | Zig:15   | Got a brightly glowing bone ring
397062 | Zig:15   | Identified the ring of Xom's Recklessness {Str+2 Int+4} (You found it on level 15 of a ziggurat)
397066 | Zig:15   | Got a slimy amber ring
397067 | Zig:15   | Identified the ring of Engoutic {Str+2 Dex+5 Stlth-} (You found it on level 15 of a ziggurat)
397092 | Zig:15   | Got a fine lapis lazuli ring
397093 | Zig:15   | Identified the ring of Tomeat {rPois MP+9 Int-2 Dex+2 SInv} (You found it on level 15 of a ziggurat)
397219 | Zig:16   | Entered Level 16 of a ziggurat
397355 | Zig:16   | Got a shimmering marble ring
397357 | Zig:16   | Identified the ring "Poasuipiav" {Fire rPois Str+2 Int-2} (You found it on level 16 of a ziggurat)
397370 | Zig:16   | Identified Sif Muna's Guide on Spatial Ice
397373 | Zig:16   | Got a transparent marble ring
397374 | Zig:16   | Identified the ring of Aniaf {Fire rPois Str+2 Int+4 Dex-3} (You found it on level 16 of a ziggurat)
397434 | Zig:17   | Entered Level 17 of a ziggurat
397434 | Zig:17   | Noticed an ancient lich
397434 | Zig:17   | Noticed an ancient lich
397434 | Zig:17   | Noticed an ancient lich
397434 | Zig:17   | Noticed an ancient lich
397434 | Zig:17   | Noticed an ancient lich
397434 | Zig:17   | Noticed an ancient lich
397434 | Zig:17   | Noticed an ancient lich
397434 | Zig:17   | Noticed an ancient lich
397434 | Zig:17   | Noticed an ancient lich
397434 | Zig:17   | Noticed an ancient lich
397434 | Zig:17   | Noticed an ancient lich
397434 | Zig:17   | Noticed an ancient lich
397435 | Zig:17   | Killed an ancient lich
397436 | Zig:17   | Killed an ancient lich
397436 | Zig:17   | Killed an ancient lich
397436 | Zig:17   | Killed an ancient lich
397436 | Zig:17   | Killed an ancient lich
397436 | Zig:17   | Killed an ancient lich
397436 | Zig:17   | Killed an ancient lich
397436 | Zig:17   | Killed an ancient lich
397436 | Zig:17   | Killed an ancient lich
397436 | Zig:17   | Killed an ancient lich
397436 | Zig:17   | Killed an ancient lich
397437 | Zig:17   | Noticed an ancient lich
397438 | Zig:17   | Noticed an ancient lich
397438 | Zig:17   | Noticed an ancient lich
397438 | Zig:17   | Noticed an ancient lich
397439 | Zig:17   | Noticed an ancient lich
397439 | Zig:17   | Killed an ancient lich
397439 | Zig:17   | Noticed an ancient lich
397441 | Zig:17   | Noticed an ancient lich
397441 | Zig:17   | Noticed an ancient lich
397441 | Zig:17   | Killed an ancient lich
397442 | Zig:17   | Noticed an ancient lich
397442 | Zig:17   | Killed an ancient lich
397443 | Zig:17   | Noticed an ancient lich
397443 | Zig:17   | Noticed an ancient lich
397443 | Zig:17   | Noticed an ancient lich
397443 | Zig:17   | Noticed an ancient lich
397443 | Zig:17   | Noticed an ancient lich
397443 | Zig:17   | Noticed an ancient lich
397443 | Zig:17   | Noticed an ancient lich
397444 | Zig:17   | Noticed an ancient lich
397444 | Zig:17   | Noticed an ancient lich
397444 | Zig:17   | Noticed an ancient lich
397444 | Zig:17   | Noticed an ancient lich
397444 | Zig:17   | Killed an ancient lich
397445 | Zig:17   | Noticed an ancient lich
397445 | Zig:17   | Noticed an ancient lich
397445 | Zig:17   | Noticed an ancient lich
397446 | Zig:17   | Noticed an ancient lich
397446 | Zig:17   | Noticed an ancient lich
397446 | Zig:17   | Noticed an ancient lich
397446 | Zig:17   | Noticed an ancient lich
397446 | Zig:17   | Noticed an ancient lich
397446 | Zig:17   | Noticed an ancient lich
397447 | Zig:17   | Noticed an ancient lich
397447 | Zig:17   | Killed an ancient lich
397447 | Zig:17   | Killed an ancient lich
397447 | Zig:17   | Killed an ancient lich
397447 | Zig:17   | Killed an ancient lich
397447 | Zig:17   | Killed an ancient lich
397447 | Zig:17   | Killed an ancient lich
397447 | Zig:17   | Killed an ancient lich
397447 | Zig:17   | Killed an ancient lich
397447 | Zig:17   | Killed an ancient lich
397447 | Zig:17   | Killed an ancient lich
397447 | Zig:17   | Killed an ancient lich
397447 | Zig:17   | Killed an ancient lich
397447 | Zig:17   | Killed an ancient lich
397447 | Zig:17   | Killed an ancient lich
397447 | Zig:17   | Killed an ancient lich
397447 | Zig:17   | Killed an ancient lich
397447 | Zig:17   | Killed an ancient lich
397447 | Zig:17   | Killed an ancient lich
397447 | Zig:17   | Killed an ancient lich
397448 | Zig:17   | Noticed an ancient lich
397448 | Zig:17   | Noticed an ancient lich
397448 | Zig:17   | Noticed an ancient lich
397448 | Zig:17   | Noticed an ancient lich
397448 | Zig:17   | Noticed an ancient lich
397448 | Zig:17   | Noticed an ancient lich
397448 | Zig:17   | Noticed an ancient lich
397448 | Zig:17   | Noticed an ancient lich
397448 | Zig:17   | Noticed an ancient lich
397448 | Zig:17   | Noticed an ancient lich
397449 | Zig:17   | Noticed an ancient lich
397449 | Zig:17   | Noticed an ancient lich
397449 | Zig:17   | Noticed an ancient lich
397449 | Zig:17   | Noticed an ancient lich
397449 | Zig:17   | Noticed an ancient lich
397449 | Zig:17   | Noticed an ancient lich
397450 | Zig:17   | Noticed an ancient lich
397450 | Zig:17   | Killed an ancient lich
397450 | Zig:17   | Killed an ancient lich
397450 | Zig:17   | Killed an ancient lich
397450 | Zig:17   | Killed an ancient lich
397450 | Zig:17   | Killed an ancient lich
397450 | Zig:17   | Killed an ancient lich
397450 | Zig:17   | Killed an ancient lich
397450 | Zig:17   | Killed an ancient lich
397450 | Zig:17   | Killed an ancient lich
397450 | Zig:17   | Killed an ancient lich
397450 | Zig:17   | Killed an ancient lich
397450 | Zig:17   | Killed an ancient lich
397451 | Zig:17   | Noticed an ancient lich
397451 | Zig:17   | Noticed an ancient lich
397451 | Zig:17   | Noticed an ancient lich
397451 | Zig:17   | Noticed an ancient lich
397451 | Zig:17   | Noticed an ancient lich
397451 | Zig:17   | Noticed an ancient lich
397451 | Zig:17   | Noticed an ancient lich
397452 | Zig:17   | Noticed an ancient lich
397452 | Zig:17   | Killed an ancient lich
397452 | Zig:17   | Killed an ancient lich
397452 | Zig:17   | Killed an ancient lich
397452 | Zig:17   | Killed an ancient lich
397452 | Zig:17   | Killed an ancient lich
397452 | Zig:17   | Killed an ancient lich
397452 | Zig:17   | Killed an ancient lich
397452 | Zig:17   | Killed an ancient lich
397452 | Zig:17   | Killed an ancient lich
397452 | Zig:17   | Killed an ancient lich
397452 | Zig:17   | Killed an ancient lich
397452 | Zig:17   | Killed an ancient lich
397452 | Zig:17   | Killed an ancient lich
397453 | Zig:17   | Noticed an ancient lich
397453 | Zig:17   | Noticed an ancient lich
397454 | Zig:17   | Killed an ancient lich
397454 | Zig:17   | Killed an ancient lich
397454 | Zig:17   | Noticed an ancient lich
397454 | Zig:17   | Noticed an ancient lich
397454 | Zig:17   | Noticed an ancient lich
397454 | Zig:17   | Noticed an ancient lich
397454 | Zig:17   | Noticed an ancient lich
397454 | Zig:17   | Noticed an ancient lich
397455 | Zig:17   | Noticed an ancient lich
397455 | Zig:17   | Killed an ancient lich
397455 | Zig:17   | Killed an ancient lich
397456 | Zig:17   | Noticed an ancient lich
397456 | Zig:17   | Noticed an ancient lich
397456 | Zig:17   | Noticed an ancient lich
397456 | Zig:17   | Noticed an ancient lich
397456 | Zig:17   | Noticed an ancient lich
397456 | Zig:17   | Noticed an ancient lich
397456 | Zig:17   | Noticed an ancient lich
397456 | Zig:17   | Noticed an ancient lich
397456 | Zig:17   | Killed an ancient lich
397456 | Zig:17   | Killed an ancient lich
397457 | Zig:17   | Noticed an ancient lich
397457 | Zig:17   | Noticed an ancient lich
397457 | Zig:17   | Noticed an ancient lich
397457 | Zig:17   | Killed an ancient lich
397457 | Zig:17   | Killed an ancient lich
397457 | Zig:17   | Killed an ancient lich
397458 | Zig:17   | Noticed an ancient lich
397458 | Zig:17   | Noticed an ancient lich
397458 | Zig:17   | Noticed an ancient lich
397458 | Zig:17   | Noticed an ancient lich
397458 | Zig:17   | Killed an ancient lich
397458 | Zig:17   | Killed an ancient lich
397458 | Zig:17   | Killed an ancient lich
397458 | Zig:17   | Killed an ancient lich
397458 | Zig:17   | Killed an ancient lich
397458 | Zig:17   | Killed an ancient lich
397459 | Zig:17   | Noticed an ancient lich
397459 | Zig:17   | Noticed an ancient lich
397460 | Zig:17   | Noticed an ancient lich
397460 | Zig:17   | Noticed an ancient lich
397460 | Zig:17   | Noticed an ancient lich
397461 | Zig:17   | Killed an ancient lich
397461 | Zig:17   | Killed an ancient lich
397461 | Zig:17   | Killed an ancient lich
397461 | Zig:17   | Killed an ancient lich
397461 | Zig:17   | Killed an ancient lich
397461 | Zig:17   | Killed an ancient lich
397461 | Zig:17   | Killed an ancient lich
397461 | Zig:17   | Killed an ancient lich
397461 | Zig:17   | Killed an ancient lich
397461 | Zig:17   | Killed an ancient lich
397461 | Zig:17   | Killed an ancient lich
397461 | Zig:17   | Killed an ancient lich
397462 | Zig:17   | Noticed an ancient lich
397462 | Zig:17   | Noticed an ancient lich
397462 | Zig:17   | Noticed an ancient lich
397463 | Zig:17   | Killed an ancient lich
397464 | Zig:17   | Killed an ancient lich
397464 | Zig:17   | Killed an ancient lich
397464 | Zig:17   | Killed an ancient lich
397464 | Zig:17   | Killed an ancient lich
397464 | Zig:17   | Killed an ancient lich
397464 | Zig:17   | Killed an ancient lich
397464 | Zig:17   | Killed an ancient lich
397464 | Zig:17   | Killed an ancient lich
397464 | Zig:17   | Killed an ancient lich
397464 | Zig:17   | Killed an ancient lich
397465 | Zig:17   | Killed an ancient lich
397467 | Zig:17   | Killed an ancient lich
397479 | Zig:17   | Got a brightly glowing bone ring
397481 | Zig:17   | Identified the cursed ring "Ejoc" {Str+6 Slay-2} (You found it on level 17 of a ziggurat)
397661 | Zig:18   | Entered Level 18 of a ziggurat
397715 | Zig:18   | Identified the +3 eveningstar of the Pyrrhic Victory {venom, rElec rPois rC+++ Int-2} (You found it on level 18 of a ziggurat)
397731 | Zig:18   | Got a warped golden ring
397733 | Zig:18   | Identified the cursed ring of the King {+Blink rF+++ rN+ Str-3 Int-2} (You found it on level 18 of a ziggurat)
397743 | Zig:18   | Got a twitching wooden ring
397744 | Zig:18   | Identified the ring of the Bruised Wishes {Fire SInv} (You found it on level 18 of a ziggurat)
397754 | Zig:18   | Got a vibrating granite ring
397755 | Zig:18   | Identified the ring of Atipeisio {rPois Int+4} (You found it on level 18 of a ziggurat)
397759 | Zig:18   | Identified Heaprutu's Almanac of the Mountains
397763 | Zig:18   | Got a slimy iron amulet
397764 | Zig:18   | Identified the amulet "Lyijall" {Spirit -Tele rPois rF+} (You found it on level 18 of a ziggurat)
397768 | Zig:18   | Got a smoking sapphire amulet
397769 | Zig:18   | Identified the amulet of Ameon {Inacc Str+4 Int+2} (You found it on level 18 of a ziggurat)
397776 | Zig:18   | Got a shimmering tin ring
397777 | Zig:18   | Identified the ring of Yrual {rN+ Slay+6} (You found it on level 18 of a ziggurat)
397925 | Zig:18   | Identified the Catalogue of Good Luck and the Birds
397938 | Zig:19   | Entered Level 19 of a ziggurat
397938 | Zig:19   | Noticed a greater mummy
397938 | Zig:19   | Noticed a greater mummy
397938 | Zig:19   | Noticed a greater mummy
397938 | Zig:19   | Noticed a greater mummy
397938 | Zig:19   | Noticed a greater mummy
397938 | Zig:19   | Noticed a greater mummy
397938 | Zig:19   | Noticed a greater mummy
397940 | Zig:19   | Noticed a greater mummy
397940 | Zig:19   | Noticed a greater mummy
397940 | Zig:19   | Noticed a greater mummy
397940 | Zig:19   | Noticed a greater mummy
397940 | Zig:19   | Noticed a greater mummy
397940 | Zig:19   | Noticed a greater mummy
397941 | Zig:19   | Killed a greater mummy
397941 | Zig:19   | Killed a greater mummy
397941 | Zig:19   | Killed a greater mummy
397941 | Zig:19   | Killed a greater mummy
397942 | Zig:19   | Noticed a greater mummy
397943 | Zig:19   | Killed a greater mummy
397944 | Zig:19   | Killed a greater mummy
397944 | Zig:19   | Killed a greater mummy
397945 | Zig:19   | Killed a greater mummy
397945 | Zig:19   | Killed a greater mummy
397946 | Zig:19   | Killed a greater mummy
397946 | Zig:19   | Killed a greater mummy
397946 | Zig:19   | Killed a greater mummy
397946 | Zig:19   | Killed a greater mummy
397947 | Zig:19   | Noticed a greater mummy
397947 | Zig:19   | Noticed a greater mummy
397947 | Zig:19   | Noticed a greater mummy
397947 | Zig:19   | Noticed a greater mummy
397947 | Zig:19   | Noticed a greater mummy
397947 | Zig:19   | Killed a greater mummy
397948 | Zig:19   | Noticed a greater mummy
397948 | Zig:19   | Noticed a greater mummy
397948 | Zig:19   | Noticed a greater mummy
397948 | Zig:19   | Noticed a greater mummy
397949 | Zig:19   | Killed a greater mummy
397950 | Zig:19   | Killed a greater mummy
397951 | Zig:19   | Killed a greater mummy
397951 | Zig:19   | Killed a greater mummy
397951 | Zig:19   | Killed a greater mummy
397952 | Zig:19   | Noticed a greater mummy
397952 | Zig:19   | Killed a greater mummy
397952 | Zig:19   | Killed a greater mummy
397952 | Zig:19   | Killed a greater mummy
397952 | Zig:19   | Killed a greater mummy
397953 | Zig:19   | Noticed a greater mummy
397954 | Zig:19   | Noticed a greater mummy
397954 | Zig:19   | Noticed a greater mummy
397954 | Zig:19   | Noticed a greater mummy
397954 | Zig:19   | Noticed a greater mummy
397954 | Zig:19   | Noticed a greater mummy
397954 | Zig:19   | Noticed a greater mummy
397954 | Zig:19   | Noticed a greater mummy
397955 | Zig:19   | Killed a greater mummy
397955 | Zig:19   | Killed a greater mummy
397956 | Zig:19   | Noticed a greater mummy
397957 | Zig:19   | Killed a greater mummy
397957 | Zig:19   | Killed a greater mummy
397957 | Zig:19   | Killed a greater mummy
397957 | Zig:19   | Killed a greater mummy
397957 | Zig:19   | Killed a greater mummy
397958 | Zig:19   | Killed a greater mummy
397958 | Zig:19   | Killed a greater mummy
397959 | Zig:19   | Noticed a greater mummy
397959 | Zig:19   | Noticed a greater mummy
397959 | Zig:19   | Noticed a greater mummy
397959 | Zig:19   | Noticed a greater mummy
397960 | Zig:19   | Noticed a greater mummy
397960 | Zig:19   | Noticed a greater mummy
397961 | Zig:19   | Noticed a greater mummy
397961 | Zig:19   | Noticed a greater mummy
397961 | Zig:19   | Killed a greater mummy
397961 | Zig:19   | Killed a greater mummy
397961 | Zig:19   | Killed a greater mummy
397961 | Zig:19   | Killed a greater mummy
397963 | Zig:19   | Noticed a greater mummy
397963 | Zig:19   | Noticed a greater mummy
397963 | Zig:19   | Killed a greater mummy
397963 | Zig:19   | Killed a greater mummy
397963 | Zig:19   | Killed a greater mummy
397963 | Zig:19   | Killed a greater mummy
397964 | Zig:19   | Noticed a greater mummy
397964 | Zig:19   | Noticed a greater mummy
397964 | Zig:19   | Noticed a greater mummy
397964 | Zig:19   | Noticed a greater mummy
397964 | Zig:19   | Noticed a greater mummy
397964 | Zig:19   | Noticed a greater mummy
397964 | Zig:19   | Killed a greater mummy
397965 | Zig:19   | Noticed a greater mummy
397965 | Zig:19   | Noticed a greater mummy
397965 | Zig:19   | Noticed a greater mummy
397965 | Zig:19   | Noticed a greater mummy
397965 | Zig:19   | Noticed a greater mummy
397965 | Zig:19   | Noticed a greater mummy
397966 | Zig:19   | Noticed a greater mummy
397967 | Zig:19   | Killed a greater mummy
397967 | Zig:19   | Killed a greater mummy
397967 | Zig:19   | Killed a greater mummy
397967 | Zig:19   | Killed a greater mummy
397967 | Zig:19   | Killed a greater mummy
397968 | Zig:19   | Noticed a greater mummy
397969 | Zig:19   | Noticed a greater mummy
397970 | Zig:19   | Noticed a greater mummy
397970 | Zig:19   | Noticed a greater mummy
397970 | Zig:19   | Noticed a greater mummy
397970 | Zig:19   | Killed a greater mummy
397970 | Zig:19   | Killed a greater mummy
397970 | Zig:19   | Killed a greater mummy
397970 | Zig:19   | Killed a greater mummy
397970 | Zig:19   | Killed a greater mummy
397971 | Zig:19   | Noticed a greater mummy
397971 | Zig:19   | Noticed a greater mummy
397971 | Zig:19   | Killed a greater mummy
397972 | Zig:19   | Noticed a greater mummy
397972 | Zig:19   | Noticed a greater mummy
397972 | Zig:19   | Noticed a greater mummy
397972 | Zig:19   | Noticed a greater mummy
397972 | Zig:19   | Killed a greater mummy
397972 | Zig:19   | Killed a greater mummy
397972 | Zig:19   | Killed a greater mummy
397972 | Zig:19   | Killed a greater mummy
397973 | Zig:19   | Noticed a greater mummy
397973 | Zig:19   | Noticed a greater mummy
397973 | Zig:19   | Killed a greater mummy
397974 | Zig:19   | Noticed a greater mummy
397974 | Zig:19   | Noticed a greater mummy
397975 | Zig:19   | Noticed a greater mummy
397975 | Zig:19   | Killed a greater mummy
397975 | Zig:19   | Killed a greater mummy
397975 | Zig:19   | Killed a greater mummy
397975 | Zig:19   | Killed a greater mummy
397975 | Zig:19   | Killed a greater mummy
397975 | Zig:19   | Killed a greater mummy
397975 | Zig:19   | Killed a greater mummy
397976 | Zig:19   | Noticed a greater mummy
397978 | Zig:19   | Killed a greater mummy
397978 | Zig:19   | Killed a greater mummy
397978 | Zig:19   | Killed a greater mummy
397978 | Zig:19   | Killed a greater mummy
397978 | Zig:19   | Killed a greater mummy
397978 | Zig:19   | Killed a greater mummy
397978 | Zig:19   | Killed a greater mummy
397979 | Zig:19   | Noticed a greater mummy
397979 | Zig:19   | Killed a greater mummy
397979 | Zig:19   | Killed a greater mummy
397980 | Zig:19   | Noticed a greater mummy
397980 | Zig:19   | Noticed a greater mummy
397983 | Zig:19   | Killed a greater mummy
397986 | Zig:19   | Killed a greater mummy
397987 | Zig:19   | Killed a greater mummy
397996 | Zig:19   | Got a scorched turquoise ring
397999 | Zig:19   | Identified the ring of Aphaoxt {+Fly rC- Int+6} (You found it on level 19 of a ziggurat)
398004 | Zig:19   | Identified the +3 helmet of the Sky {rF+ Regen+} (You found it on level 19 of a ziggurat)
398006 | Zig:19   | Got a coiled brass ring
398007 | Zig:19   | Identified the ring of Panentheism {rF+++ Int+5} (You found it on level 19 of a ziggurat)
398015 | Zig:19   | Got a vibrating sapphire amulet
398016 | Zig:19   | Identified the amulet of Hopp {RegenMP *Contam rC+ Dex+6} (You found it on level 19 of a ziggurat)
398022 | Zig:19   | Got a bound graven amulet
398023 | Zig:19   | Identified the amulet "Anoarr" {Gourm +Fly Dex+3} (You found it on level 19 of a ziggurat)
398042 | Zig:19   | Got a twitching marble ring
398044 | Zig:19   | Identified the ring "Qunysabu" {rPois Int+2 Dex+2 Slay-4} (You found it on level 19 of a ziggurat)
398051 | Zig:19   | Got a brightly glowing copper amulet
398052 | Zig:19   | Identified the amulet of Zes Qeri {*Corrode +Rage Str+3 Int+7 Dex+4 Slay+2} (You found it on level 19 of a ziggurat)
398120 | Zig:19   | Identified the cursed +1 broad axe of Etuaclui {freeze, *Drain Str+3 Dex+4} (You found it on level 19 of a ziggurat)
398136 | Zig:20   | Entered Level 20 of a ziggurat
398206 | Zig:20   | Got a clouded bone ring
398208 | Zig:20   | Identified the ring "Penagito" {rElec rC++ Dex-4 Stlth-} (You found it on level 20 of a ziggurat)
398212 | Zig:20   | Got a faintly glowing golden ring
398214 | Zig:20   | Identified the ring "Enaupti" {rF+ rC+ rN+ Str-3 Dex+4} (You found it on level 20 of a ziggurat)
398218 | Zig:20   | Identified the cursed +0 pair of gloves of Roowka Mahat {MR+} (You found it on level 20 of a ziggurat)
398224 | Zig:20   | Got a sparkling silver ring
398225 | Zig:20   | Identified the ring of Eqyxidaj {rCorr +Inv +Fly rC+ Slay+5} (You found it on level 20 of a ziggurat)
398232 | Zig:20   | Got a faintly glowing brass ring
398233 | Zig:20   | Identified the ring of Mitiwkul {rElec rPois rN+ SInv} (You found it on level 20 of a ziggurat)
398238 | Zig:20   | Got a slimy zirconium amulet
398239 | Zig:20   | Identified the amulet "Zyklob" {Harm *Drain rF+ rN+} (You found it on level 20 of a ziggurat)
398355 | Zig:20   | Got a wavering zirconium amulet
398356 | Zig:20   | Identified the amulet "Naaw" {+Rage Dex+5} (You found it on level 20 of a ziggurat)
398367 | Zig:20   | Got an ancient granite ring
398368 | Zig:20   | Identified the ring "Pyidethr Jigo" {MR+ Str-2 Int+4 Dex-4 SInv Stlth+} (You found it on level 20 of a ziggurat)
398412 | Zig:20   | Identified the Tome of the Venomous Mountains
398421 | Zig:21   | Entered Level 21 of a ziggurat
398513 | Zig:21   | Killed a starcursed mass
398615 | Zig:21   | Identified the +1 pair of gloves of True Grit {-Tele Int+5 Slay+3 Stlth+} (You found it on level 21 of a ziggurat)
398622 | Zig:21   | Got a smoking granite ring
398624 | Zig:21   | Identified the ring "Qowa" {+Inv rElec rPois Stlth+} (You found it on level 21 of a ziggurat)
398632 | Zig:21   | Got an ancient steel ring
398633 | Zig:21   | Identified the ring of Cidul {MR+ Stlth+} (You found it on level 21 of a ziggurat)
398639 | Zig:21   | Got a scorched wooden ring
398640 | Zig:21   | Identified the ring "Xismoip" {+Fly Int+3} (You found it on level 21 of a ziggurat)
398666 | Zig:21   | Got a smoking lead ring
398667 | Zig:21   | Identified the ring of Bifot {rF+ Str+4} (You found it on level 21 of a ziggurat)
398844 | Zig:22   | Entered Level 22 of a ziggurat
398844 | Zig:22   | Noticed a greater mummy
398844 | Zig:22   | Noticed a greater mummy
398844 | Zig:22   | Noticed a greater mummy
398844 | Zig:22   | Noticed a greater mummy
398844 | Zig:22   | Noticed a greater mummy
398844 | Zig:22   | Noticed a greater mummy
398844 | Zig:22   | Noticed a greater mummy
398844 | Zig:22   | Noticed a greater mummy
398844 | Zig:22   | Noticed a greater mummy
398844 | Zig:22   | Noticed a greater mummy
398844 | Zig:22   | Noticed a greater mummy
398846 | Zig:22   | Noticed a greater mummy
398846 | Zig:22   | Noticed a greater mummy
398846 | Zig:22   | Noticed a greater mummy
398846 | Zig:22   | Killed a greater mummy
398846 | Zig:22   | Killed a greater mummy
398846 | Zig:22   | Killed a greater mummy
398846 | Zig:22   | Killed a greater mummy
398846 | Zig:22   | Killed a greater mummy
398846 | Zig:22   | Killed a greater mummy
398846 | Zig:22   | Killed a greater mummy
398846 | Zig:22   | Killed a greater mummy
398848 | Zig:22   | Killed a greater mummy
398848 | Zig:22   | Killed a greater mummy
398849 | Zig:22   | Noticed a greater mummy
398849 | Zig:22   | Killed a greater mummy
398849 | Zig:22   | Killed a greater mummy
398849 | Zig:22   | Killed a greater mummy
398850 | Zig:22   | Noticed a greater mummy
398850 | Zig:22   | Noticed a greater mummy
398850 | Zig:22   | Noticed a greater mummy
398850 | Zig:22   | Killed a greater mummy
398851 | Zig:22   | Noticed a greater mummy
398851 | Zig:22   | Noticed a greater mummy
398852 | Zig:22   | Killed a greater mummy
398853 | Zig:22   | Noticed a greater mummy
398853 | Zig:22   | Noticed a greater mummy
398854 | Zig:22   | Noticed a greater mummy
398854 | Zig:22   | Killed a greater mummy
398854 | Zig:22   | Killed a greater mummy
398854 | Zig:22   | Killed a greater mummy
398855 | Zig:22   | Killed a greater mummy
398855 | Zig:22   | Killed a greater mummy
398856 | Zig:22   | Noticed a greater mummy
398856 | Zig:22   | Noticed a greater mummy
398856 | Zig:22   | Noticed a greater mummy
398857 | Zig:22   | Noticed a greater mummy
398857 | Zig:22   | Noticed a greater mummy
398857 | Zig:22   | Killed a greater mummy
398857 | Zig:22   | Killed a greater mummy
398858 | Zig:22   | Noticed a greater mummy
398858 | Zig:22   | Noticed a greater mummy
398858 | Zig:22   | Noticed a greater mummy
398858 | Zig:22   | Killed a greater mummy
398859 | Zig:22   | Noticed a greater mummy
398859 | Zig:22   | Noticed a greater mummy
398859 | Zig:22   | Noticed a greater mummy
398859 | Zig:22   | Noticed a greater mummy
398859 | Zig:22   | Noticed a greater mummy
398860 | Zig:22   | Noticed a greater mummy
398860 | Zig:22   | Noticed a greater mummy
398861 | Zig:22   | Noticed a greater mummy
398861 | Zig:22   | Noticed a greater mummy
398861 | Zig:22   | Noticed a greater mummy
398861 | Zig:22   | Noticed a greater mummy
398861 | Zig:22   | Noticed a greater mummy
398861 | Zig:22   | Noticed a greater mummy
398861 | Zig:22   | Noticed a greater mummy
398861 | Zig:22   | Killed a greater mummy
398861 | Zig:22   | Killed a greater mummy
398861 | Zig:22   | Killed a greater mummy
398861 | Zig:22   | Killed a greater mummy
398861 | Zig:22   | Killed a greater mummy
398861 | Zig:22   | Killed a greater mummy
398862 | Zig:22   | Noticed a greater mummy
398862 | Zig:22   | Noticed a greater mummy
398862 | Zig:22   | Killed a greater mummy
398862 | Zig:22   | Killed a greater mummy
398862 | Zig:22   | Killed a greater mummy
398863 | Zig:22   | Noticed a greater mummy
398863 | Zig:22   | Noticed a greater mummy
398863 | Zig:22   | Killed a greater mummy
398863 | Zig:22   | Killed a greater mummy
398863 | Zig:22   | Killed a greater mummy
398863 | Zig:22   | Killed a greater mummy
398863 | Zig:22   | Killed a greater mummy
398863 | Zig:22   | Killed a greater mummy
398864 | Zig:22   | Noticed a greater mummy
398864 | Zig:22   | Noticed a greater mummy
398864 | Zig:22   | Killed a greater mummy
398864 | Zig:22   | Killed a greater mummy
398864 | Zig:22   | Killed a greater mummy
398864 | Zig:22   | Killed a greater mummy
398865 | Zig:22   | Killed a greater mummy
398865 | Zig:22   | Killed a greater mummy
398866 | Zig:22   | Noticed a greater mummy
398866 | Zig:22   | Noticed a greater mummy
398866 | Zig:22   | Noticed a greater mummy
398866 | Zig:22   | Noticed a greater mummy
398866 | Zig:22   | Noticed a greater mummy
398866 | Zig:22   | Noticed a greater mummy
398867 | Zig:22   | Noticed a greater mummy
398867 | Zig:22   | Noticed a greater mummy
398868 | Zig:22   | Noticed a greater mummy
398868 | Zig:22   | Noticed a greater mummy
398868 | Zig:22   | Killed a greater mummy
398868 | Zig:22   | Killed a greater mummy
398868 | Zig:22   | Killed a greater mummy
398868 | Zig:22   | Killed a greater mummy
398868 | Zig:22   | Killed a greater mummy
398868 | Zig:22   | Killed a greater mummy
398869 | Zig:22   | Noticed a greater mummy
398869 | Zig:22   | Noticed a greater mummy
398870 | Zig:22   | Noticed a greater mummy
398870 | Zig:22   | Killed a greater mummy
398870 | Zig:22   | Killed a greater mummy
398871 | Zig:22   | Noticed a greater mummy
398871 | Zig:22   | Noticed a greater mummy
398871 | Zig:22   | Noticed a greater mummy
398871 | Zig:22   | Noticed a greater mummy
398871 | Zig:22   | Killed a greater mummy
398871 | Zig:22   | Killed a greater mummy
398871 | Zig:22   | Killed a greater mummy
398871 | Zig:22   | Killed a greater mummy
398871 | Zig:22   | Killed a greater mummy
398872 | Zig:22   | Noticed a greater mummy
398872 | Zig:22   | Killed a greater mummy
398872 | Zig:22   | Killed a greater mummy
398872 | Zig:22   | Killed a greater mummy
398872 | Zig:22   | Killed a greater mummy
398873 | Zig:22   | Noticed a greater mummy
398873 | Zig:22   | Noticed a greater mummy
398873 | Zig:22   | Noticed a greater mummy
398873 | Zig:22   | Noticed a greater mummy
398873 | Zig:22   | Noticed a greater mummy
398873 | Zig:22   | Noticed a greater mummy
398874 | Zig:22   | Noticed a greater mummy
398874 | Zig:22   | Noticed a greater mummy
398875 | Zig:22   | Killed a greater mummy
398876 | Zig:22   | Noticed a greater mummy
398876 | Zig:22   | Noticed a greater mummy
398876 | Zig:22   | Noticed a greater mummy
398876 | Zig:22   | Killed a greater mummy
398876 | Zig:22   | Killed a greater mummy
398876 | Zig:22   | Killed a greater mummy
398876 | Zig:22   | Killed a greater mummy
398876 | Zig:22   | Killed a greater mummy
398876 | Zig:22   | Killed a greater mummy
398876 | Zig:22   | Killed a greater mummy
398876 | Zig:22   | Killed a greater mummy
398876 | Zig:22   | Killed a greater mummy
398876 | Zig:22   | Noticed a greater mummy
398877 | Zig:22   | Noticed a greater mummy
398877 | Zig:22   | Killed a greater mummy
398877 | Zig:22   | Killed a greater mummy
398878 | Zig:22   | Killed a greater mummy
398878 | Zig:22   | Killed a greater mummy
398878 | Zig:22   | Killed a greater mummy
398879 | Zig:22   | Noticed a greater mummy
398879 | Zig:22   | Noticed a greater mummy
398879 | Zig:22   | Noticed a greater mummy
398879 | Zig:22   | Killed a greater mummy
398880 | Zig:22   | Noticed a greater mummy
398880 | Zig:22   | Killed a greater mummy
398880 | Zig:22   | Killed a greater mummy
398881 | Zig:22   | Noticed a greater mummy
398881 | Zig:22   | Noticed a greater mummy
398881 | Zig:22   | Noticed a greater mummy
398881 | Zig:22   | Noticed a greater mummy
398881 | Zig:22   | Noticed a greater mummy
398881 | Zig:22   | Noticed a greater mummy
398884 | Zig:22   | Noticed a greater mummy
398884 | Zig:22   | Killed a greater mummy
398885 | Zig:22   | Noticed a greater mummy
398886 | Zig:22   | Noticed a greater mummy
398886 | Zig:22   | Killed a greater mummy
398886 | Zig:22   | Killed a greater mummy
398886 | Zig:22   | Killed a greater mummy
398887 | Zig:22   | Noticed a greater mummy
398887 | Zig:22   | Killed a greater mummy
398887 | Zig:22   | Killed a greater mummy
398887 | Zig:22   | Killed a greater mummy
398887 | Zig:22   | Killed a greater mummy
398887 | Zig:22   | Killed a greater mummy
398887 | Zig:22   | Killed a greater mummy
398888 | Zig:22   | Noticed a greater mummy
398888 | Zig:22   | Killed a greater mummy
398889 | Zig:22   | Noticed a greater mummy
398889 | Zig:22   | Noticed a greater mummy
398889 | Zig:22   | Noticed a greater mummy
398889 | Zig:22   | Noticed a greater mummy
398889 | Zig:22   | Noticed a greater mummy
398889 | Zig:22   | Killed a greater mummy
398889 | Zig:22   | Killed a greater mummy
398892 | Zig:22   | Noticed a greater mummy
398892 | Zig:22   | Killed a greater mummy
398892 | Zig:22   | Killed a greater mummy
398892 | Zig:22   | Killed a greater mummy
398892 | Zig:22   | Killed a greater mummy
398893 | Zig:22   | Killed a greater mummy
398894 | Zig:22   | Killed a greater mummy
398895 | Zig:22   | Killed a greater mummy
398895 | Zig:22   | Killed a greater mummy
398896 | Zig:22   | Killed a greater mummy
398896 | Zig:22   | Killed a greater mummy
398898 | Zig:22   | Killed a greater mummy
398913 | Zig:22   | Got a faintly glowing granite ring
398915 | Zig:22   | Identified the ring "Kaodghoem" {rPois rC- rN+ Slay+4 Stlth+} (You found it on level 22 of a ziggurat)
398920 | Zig:22   | Got a translucent silver ring
398921 | Zig:22   | Identified the ring of Taoguek {rN+ Int+2} (You found it on level 22 of a ziggurat)
398964 | Zig:22   | Got a slimy jade ring
398972 | Zig:22   | Identified the ring "Paitol Cach" {Wiz Dex+7 Slay-3} (You found it on level 22 of a ziggurat)
399030 | Zig:22   | Identified the Grimoire of Augmentations and Bewitchment
399040 | Zig:23   | Entered Level 23 of a ziggurat
399040 | Zig:23   | Noticed an ancient lich
399040 | Zig:23   | Noticed an ancient lich
399041 | Zig:23   | Killed an ancient lich
399042 | Zig:23   | Noticed an ancient lich
399044 | Zig:23   | Killed an ancient lich
399046 | Zig:23   | Noticed an ancient lich
399046 | Zig:23   | Noticed an ancient lich
399046 | Zig:23   | Noticed an ancient lich
399047 | Zig:23   | Noticed an ancient lich
399050 | Zig:23   | Killed an ancient lich
399050 | Zig:23   | Killed an ancient lich
399050 | Zig:23   | Killed an ancient lich
399050 | Zig:23   | Killed an ancient lich
399051 | Zig:23   | Noticed an ancient lich
399052 | Zig:23   | Killed an ancient lich
399053 | Zig:23   | Noticed an ancient lich
399054 | Zig:23   | Noticed an ancient lich
399055 | Zig:23   | Noticed an ancient lich
399055 | Zig:23   | Noticed an ancient lich
399056 | Zig:23   | Noticed an ancient lich
399056 | Zig:23   | Killed an ancient lich
399056 | Zig:23   | Killed an ancient lich
399057 | Zig:23   | Noticed an ancient lich
399057 | Zig:23   | Noticed an ancient lich
399057 | Zig:23   | Killed an ancient lich
399059 | Zig:23   | Noticed an ancient lich
399059 | Zig:23   | Noticed an ancient lich
399059 | Zig:23   | Noticed an ancient lich
399060 | Zig:23   | Noticed an ancient lich
399060 | Zig:23   | Killed an ancient lich
399060 | Zig:23   | Killed an ancient lich
399060 | Zig:23   | Killed an ancient lich
399060 | Zig:23   | Killed an ancient lich
399060 | Zig:23   | Killed an ancient lich
399060 | Zig:23   | Killed an ancient lich
399061 | Zig:23   | Noticed an ancient lich
399062 | Zig:23   | Noticed an ancient lich
399062 | Zig:23   | Noticed an ancient lich
399062 | Zig:23   | Killed an ancient lich
399063 | Zig:23   | Noticed an ancient lich
399063 | Zig:23   | Killed an ancient lich
399065 | Zig:23   | Noticed an ancient lich
399065 | Zig:23   | Killed an ancient lich
399065 | Zig:23   | Killed an ancient lich
399065 | Zig:23   | Killed an ancient lich
399066 | Zig:23   | Noticed an ancient lich
399066 | Zig:23   | Noticed an ancient lich
399066 | Zig:23   | Killed an ancient lich
399067 | Zig:23   | Noticed an ancient lich
399067 | Zig:23   | Noticed an ancient lich
399068 | Zig:23   | Noticed an ancient lich
399069 | Zig:23   | Noticed an ancient lich
399069 | Zig:23   | Noticed an ancient lich
399070 | Zig:23   | Killed an ancient lich
399070 | Zig:23   | Killed an ancient lich
399070 | Zig:23   | Killed an ancient lich
399070 | Zig:23   | Killed an ancient lich
399071 | Zig:23   | Noticed an ancient lich
399072 | Zig:23   | Killed an ancient lich
399072 | Zig:23   | Killed an ancient lich
399073 | Zig:23   | Noticed an ancient lich
399073 | Zig:23   | Killed an ancient lich
399074 | Zig:23   | Killed an ancient lich
399074 | Zig:23   | Killed an ancient lich
399075 | Zig:23   | Killed an ancient lich
399075 | Zig:23   | Killed an ancient lich
399075 | Zig:23   | Noticed an ancient lich
399076 | Zig:23   | Noticed an ancient lich
399078 | Zig:23   | Noticed an ancient lich
399079 | Zig:23   | Noticed an ancient lich
399079 | Zig:23   | Noticed an ancient lich
399080 | Zig:23   | Killed an ancient lich
399080 | Zig:23   | Killed an ancient lich
399082 | Zig:23   | Killed an ancient lich
399083 | Zig:23   | Killed an ancient lich
399083 | Zig:23   | Killed an ancient lich
399100 | Zig:23   | Identified Tuvon's Reference Book on Flames
399102 | Zig:23   | Got a twitching iron ring
399104 | Zig:23   | Identified the ring of Eromm {*Tele rPois MR++ Int+3 Stlth-} (You found it on level 23 of a ziggurat)
399117 | Zig:23   | Got a warped silver amulet
399118 | Zig:23   | Identified the amulet of Puxtuaw {Inacc Dex+3} (You found it on level 23 of a ziggurat)
399512 | Zig:23   | Identified the +1 pair of gloves "Voock" {MR+ Dex+6} (You found it on level 23 of a ziggurat)
399518 | Zig:23   | Identified the cursed +0 broad axe of the Coward {antimagic, MR++} (You found it on level 23 of a ziggurat)
399552 | Zig:24   | Entered Level 24 of a ziggurat
399625 | Zig:24   | Noticed Roapt the pandemonium lord
399646 | Zig:24   | Killed Roapt the pandemonium lord
399830 | Zig:24   | Got a scorched bone ring
399832 | Zig:24   | Identified the ring "Luneafomn" {Wiz rElec rC+ Str-5} (You found it on level 24 of a ziggurat)
399847 | Zig:24   | Got a steaming wooden ring
399848 | Zig:24   | Identified the ring of Sugry {Str+2 Dex+2 Slay+3} (You found it on level 24 of a ziggurat)
399860 | Zig:24   | Got a scintillating lead ring
399861 | Zig:24   | Identified the ring of Rinamile {MR+ Str+3 Dex-2 Stlth+} (You found it on level 24 of a ziggurat)
399870 | Zig:24   | Got a translucent bronze ring
399871 | Zig:24   | Identified the ring of Bebracoc {rPois rC+} (You found it on level 24 of a ziggurat)
399881 | Zig:24   | Identified the Volume of the Mutagenic Entourage
399894 | Zig:24   | Got a slimy bone ring
399895 | Zig:24   | Identified the ring of Bek Heoh {Fire *Drain rElec Slay+3} (You found it on level 24 of a ziggurat)
400052 | Zig:25   | Entered Level 25 of a ziggurat
400221 | Zig:25   | Got a wavering golden ring
400223 | Zig:25   | Identified the ring "Zoesone" {rF+ MP+9 Str-5 Dex+5} (You found it on level 25 of a ziggurat)
400578 | Zig:25   | Identified the Incunabulum of Virous Calling
400586 | Zig:25   | Got a coiled ruby amulet
400587 | Zig:25   | Identified the amulet of Lylus {Faith rPois MR+ Slay+6} (You found it on level 25 of a ziggurat)
400591 | Zig:25   | Got a brightly glowing turquoise ring
400592 | Zig:25   | Identified the ring of Zeiluusk {*Contam MP+9 Int+6 Dex+4} (You found it on level 25 of a ziggurat)
400594 | Zig:25   | Identified the cursed +0 cloak of Fun {rN+ MR+} (You found it on level 25 of a ziggurat)
400618 | Zig:25   | Got a faintly glowing ruby amulet
400619 | Zig:25   | Identified the amulet of Hiebrof {RegenMP Str+6 Dex-3 Slay+4} (You found it on level 25 of a ziggurat)
400910 | Zig:26   | Entered Level 26 of a ziggurat
400966 | Zig:26   | Identified the +2 pair of gloves of Light {MR+} (You found it on level 26 of a ziggurat)
400992 | Zig:26   | Got a sparkling bronze ring
400994 | Zig:26   | Identified the ring "Bauruver" {-Tele +Fly rN+ Str-3 Int+3 Dex+8} (You found it on level 26 of a ziggurat)
401000 | Zig:26   | Got a coiled tin amulet
401001 | Zig:26   | Identified the amulet "Pisyasuss" {+Rage +Fly rF+ Str+3} (You found it on level 26 of a ziggurat)
401004 | Zig:26   | Got a glittering tin ring
401005 | Zig:26   | Identified the ring "Lelo" {rElec EV+3} (You found it on level 26 of a ziggurat)
401012 | Zig:26   | Got a warped bone ring
401013 | Zig:26   | Identified the ring "Jedoy" {rPois EV+1 Str+2 Dex+2 Stlth+} (You found it on level 26 of a ziggurat)
401048 | Zig:26   | Got a brightly glowing ivory amulet
401049 | Zig:26   | Identified the amulet "Yqourphegua" {*Drain rF++ MR+++ Regen+ Dex-5} (You found it on level 26 of a ziggurat)
401217 | Zig:26   | Identified the +2 hat of Resilience {MR- Int+4} (You found it on level 26 of a ziggurat)
401230 | Zig:27   | Entered Level 27 of a ziggurat
401232 | Zig:27   | Noticed an ancient lich
401232 | Zig:27   | Noticed an ancient lich
401232 | Zig:27   | Noticed an ancient lich
401233 | Zig:27   | Noticed an ancient lich
401233 | Zig:27   | Noticed an ancient lich
401234 | Zig:27   | Noticed an ancient lich
401234 | Zig:27   | Noticed an ancient lich
401234 | Zig:27   | Noticed an ancient lich
401234 | Zig:27   | Noticed an ancient lich
401235 | Zig:27   | Noticed an ancient lich
401235 | Zig:27   | Killed an ancient lich
401235 | Zig:27   | Killed an ancient lich
401236 | Zig:27   | Noticed an ancient lich
401236 | Zig:27   | Noticed an ancient lich
401236 | Zig:27   | Noticed an ancient lich
401236 | Zig:27   | Noticed an ancient lich
401236 | Zig:27   | Noticed an ancient lich
401237 | Zig:27   | Noticed an ancient lich
401237 | Zig:27   | Noticed an ancient lich
401238 | Zig:27   | Killed an ancient lich
401238 | Zig:27   | Killed an ancient lich
401238 | Zig:27   | Killed an ancient lich
401238 | Zig:27   | Killed an ancient lich
401239 | Zig:27   | Noticed an ancient lich
401239 | Zig:27   | Killed an ancient lich
401239 | Zig:27   | Killed an ancient lich
401239 | Zig:27   | Killed an ancient lich
401239 | Zig:27   | Killed an ancient lich
401239 | Zig:27   | Killed an ancient lich
401239 | Zig:27   | Killed an ancient lich
401239 | Zig:27   | Killed an ancient lich
401240 | Zig:27   | Noticed an ancient lich
401240 | Zig:27   | Noticed an ancient lich
401240 | Zig:27   | Killed an ancient lich
401240 | Zig:27   | Killed an ancient lich
401240 | Zig:27   | Killed an ancient lich
401240 | Zig:27   | Killed an ancient lich
401241 | Zig:27   | Noticed an ancient lich
401242 | Zig:27   | Noticed an ancient lich
401242 | Zig:27   | Noticed an ancient lich
401242 | Zig:27   | Killed an ancient lich
401242 | Zig:27   | Killed an ancient lich
401243 | Zig:27   | Noticed an ancient lich
401243 | Zig:27   | Noticed an ancient lich
401243 | Zig:27   | Noticed an ancient lich
401243 | Zig:27   | Noticed an ancient lich
401243 | Zig:27   | Noticed an ancient lich
401243 | Zig:27   | Noticed an ancient lich
401243 | Zig:27   | Noticed an ancient lich
401244 | Zig:27   | Noticed an ancient lich
401244 | Zig:27   | Noticed an ancient lich
401244 | Zig:27   | Noticed an ancient lich
401244 | Zig:27   | Noticed an ancient lich
401244 | Zig:27   | Noticed an ancient lich
401245 | Zig:27   | Killed an ancient lich
401245 | Zig:27   | Killed an ancient lich
401245 | Zig:27   | Killed an ancient lich
401245 | Zig:27   | Killed an ancient lich
401245 | Zig:27   | Killed an ancient lich
401245 | Zig:27   | Killed an ancient lich
401245 | Zig:27   | Killed an ancient lich
401245 | Zig:27   | Killed an ancient lich
401246 | Zig:27   | Noticed an ancient lich
401247 | Zig:27   | Noticed an ancient lich
401247 | Zig:27   | Noticed an ancient lich
401247 | Zig:27   | Killed an ancient lich
401248 | Zig:27   | Killed an ancient lich
401248 | Zig:27   | Killed an ancient lich
401248 | Zig:27   | Killed an ancient lich
401248 | Zig:27   | Killed an ancient lich
401249 | Zig:27   | Noticed an ancient lich
401249 | Zig:27   | Killed an ancient lich
401249 | Zig:27   | Killed an ancient lich
401250 | Zig:27   | Noticed an ancient lich
401250 | Zig:27   | Noticed an ancient lich
401250 | Zig:27   | Noticed an ancient lich
401250 | Zig:27   | Killed an ancient lich
401250 | Zig:27   | Killed an ancient lich
401251 | Zig:27   | Noticed an ancient lich
401251 | Zig:27   | Noticed an ancient lich
401251 | Zig:27   | Noticed an ancient lich
401251 | Zig:27   | Noticed an ancient lich
401251 | Zig:27   | Killed an ancient lich
401251 | Zig:27   | Killed an ancient lich
401251 | Zig:27   | Noticed an ancient lich
401251 | Zig:27   | Noticed an ancient lich
401252 | Zig:27   | Noticed an ancient lich
401252 | Zig:27   | Noticed an ancient lich
401252 | Zig:27   | Noticed an ancient lich
401252 | Zig:27   | Noticed an ancient lich
401252 | Zig:27   | Killed an ancient lich
401252 | Zig:27   | Noticed an ancient lich
401253 | Zig:27   | Noticed an ancient lich
401253 | Zig:27   | Noticed an ancient lich
401253 | Zig:27   | Noticed an ancient lich
401253 | Zig:27   | Noticed an ancient lich
401254 | Zig:27   | Noticed an ancient lich
401254 | Zig:27   | Killed an ancient lich
401254 | Zig:27   | Killed an ancient lich
401254 | Zig:27   | Killed an ancient lich
401254 | Zig:27   | Killed an ancient lich
401254 | Zig:27   | Killed an ancient lich
401254 | Zig:27   | Killed an ancient lich
401254 | Zig:27   | Killed an ancient lich
401254 | Zig:27   | Killed an ancient lich
401254 | Zig:27   | Killed an ancient lich
401254 | Zig:27   | Killed an ancient lich
401254 | Zig:27   | Killed an ancient lich
401255 | Zig:27   | Noticed an ancient lich
401255 | Zig:27   | Noticed an ancient lich
401255 | Zig:27   | Noticed an ancient lich
401255 | Zig:27   | Noticed an ancient lich
401255 | Zig:27   | Noticed an ancient lich
401255 | Zig:27   | Noticed an ancient lich
401255 | Zig:27   | Noticed an ancient lich
401256 | Zig:27   | Noticed an ancient lich
401256 | Zig:27   | Noticed an ancient lich
401256 | Zig:27   | Killed an ancient lich
401256 | Zig:27   | Killed an ancient lich
401256 | Zig:27   | Killed an ancient lich
401256 | Zig:27   | Killed an ancient lich
401256 | Zig:27   | Killed an ancient lich
401256 | Zig:27   | Killed an ancient lich
401256 | Zig:27   | Killed an ancient lich
401256 | Zig:27   | Killed an ancient lich
401256 | Zig:27   | Killed an ancient lich
401257 | Zig:27   | Noticed an ancient lich
401257 | Zig:27   | Noticed an ancient lich
401257 | Zig:27   | Noticed an ancient lich
401257 | Zig:27   | Noticed an ancient lich
401258 | Zig:27   | Noticed an ancient lich
401258 | Zig:27   | Killed an ancient lich
401258 | Zig:27   | Killed an ancient lich
401258 | Zig:27   | Killed an ancient lich
401259 | Zig:27   | Killed an ancient lich
401259 | Zig:27   | Killed an ancient lich
401259 | Zig:27   | Killed an ancient lich
401259 | Zig:27   | Killed an ancient lich
401260 | Zig:27   | Noticed an ancient lich
401260 | Zig:27   | Killed an ancient lich
401261 | Zig:27   | Noticed an ancient lich
401261 | Zig:27   | Noticed an ancient lich
401261 | Zig:27   | Noticed an ancient lich
401261 | Zig:27   | Noticed an ancient lich
401261 | Zig:27   | Noticed an ancient lich
401261 | Zig:27   | Noticed an ancient lich
401261 | Zig:27   | Killed an ancient lich
401261 | Zig:27   | Killed an ancient lich
401262 | Zig:27   | Noticed an ancient lich
401262 | Zig:27   | Noticed an ancient lich
401262 | Zig:27   | Noticed an ancient lich
401262 | Zig:27   | Noticed an ancient lich
401263 | Zig:27   | Noticed an ancient lich
401263 | Zig:27   | Noticed an ancient lich
401263 | Zig:27   | Noticed an ancient lich
401264 | Zig:27   | Noticed an ancient lich
401264 | Zig:27   | Noticed an ancient lich
401264 | Zig:27   | Noticed an ancient lich
401265 | Zig:27   | Noticed an ancient lich
401265 | Zig:27   | Killed an ancient lich
401265 | Zig:27   | Killed an ancient lich
401265 | Zig:27   | Killed an ancient lich
401265 | Zig:27   | Killed an ancient lich
401265 | Zig:27   | Killed an ancient lich
401265 | Zig:27   | Killed an ancient lich
401265 | Zig:27   | Killed an ancient lich
401265 | Zig:27   | Killed an ancient lich
401265 | Zig:27   | Killed an ancient lich
401265 | Zig:27   | Killed an ancient lich
401265 | Zig:27   | Killed an ancient lich
401265 | Zig:27   | Killed an ancient lich
401265 | Zig:27   | Killed an ancient lich
401265 | Zig:27   | Killed an ancient lich
401266 | Zig:27   | Noticed an ancient lich
401266 | Zig:27   | Noticed an ancient lich
401267 | Zig:27   | Noticed an ancient lich
401267 | Zig:27   | Noticed an ancient lich
401268 | Zig:27   | Noticed an ancient lich
401268 | Zig:27   | Noticed an ancient lich
401268 | Zig:27   | Noticed an ancient lich
401268 | Zig:27   | Noticed an ancient lich
401268 | Zig:27   | Noticed an ancient lich
401268 | Zig:27   | Noticed an ancient lich
401268 | Zig:27   | Noticed an ancient lich
401268 | Zig:27   | Killed an ancient lich
401268 | Zig:27   | Killed an ancient lich
401268 | Zig:27   | Killed an ancient lich
401268 | Zig:27   | Killed an ancient lich
401268 | Zig:27   | Killed an ancient lich
401268 | Zig:27   | Killed an ancient lich
401268 | Zig:27   | Killed an ancient lich
401268 | Zig:27   | Killed an ancient lich
401268 | Zig:27   | Killed an ancient lich
401269 | Zig:27   | Noticed an ancient lich
401270 | Zig:27   | Noticed an ancient lich
401270 | Zig:27   | Noticed an ancient lich
401270 | Zig:27   | Killed an ancient lich
401270 | Zig:27   | Killed an ancient lich
401270 | Zig:27   | Killed an ancient lich
401271 | Zig:27   | Noticed an ancient lich
401271 | Zig:27   | Noticed an ancient lich
401271 | Zig:27   | Killed an ancient lich
401271 | Zig:27   | Killed an ancient lich
401271 | Zig:27   | Killed an ancient lich
401271 | Zig:27   | Killed an ancient lich
401272 | Zig:27   | Killed an ancient lich
401273 | Zig:27   | Noticed an ancient lich
401273 | Zig:27   | Noticed an ancient lich
401273 | Zig:27   | Noticed an ancient lich
401274 | Zig:27   | Noticed an ancient lich
401275 | Zig:27   | Killed an ancient lich
401275 | Zig:27   | Killed an ancient lich
401275 | Zig:27   | Killed an ancient lich
401275 | Zig:27   | Killed an ancient lich
401275 | Zig:27   | Killed an ancient lich
401275 | Zig:27   | Killed an ancient lich
401276 | Zig:27   | Noticed an ancient lich
401276 | Zig:27   | Noticed an ancient lich
401277 | Zig:27   | Noticed an ancient lich
401279 | Zig:27   | Noticed an ancient lich
401279 | Zig:27   | Noticed an ancient lich
401279 | Zig:27   | Killed an ancient lich
401279 | Zig:27   | Killed an ancient lich
401279 | Zig:27   | Killed an ancient lich
401279 | Zig:27   | Killed an ancient lich
401279 | Zig:27   | Killed an ancient lich
401279 | Zig:27   | Killed an ancient lich
401280 | Zig:27   | Noticed an ancient lich
401280 | Zig:27   | Noticed an ancient lich
401280 | Zig:27   | Noticed an ancient lich
401280 | Zig:27   | Killed an ancient lich
401280 | Zig:27   | Killed an ancient lich
401281 | Zig:27   | Killed an ancient lich
401283 | Zig:27   | Killed an ancient lich
401283 | Zig:27   | Killed an ancient lich
401288 | Zig:27   | Killed an ancient lich
401300 | Zig:27   | Got a smoking ivory amulet
401301 | Zig:27   | Identified the amulet "Waci" {Regen+ Int+3} (You found it on level 27 of a ziggurat)
401320 | Zig:27   | Identified the +1 pair of gloves of Heor {Int+2} (You found it on level 27 of a ziggurat)
401350 | Zig:27   | Got a smoking bronze ring
401352 | Zig:27   | Identified the ring "Kuzanuta" {*Tele rF- MP+9 Str+3} (You found it on level 27 of a ziggurat)
401388 | Zig:27   | Got a wavering iron ring
401389 | Zig:27   | Identified the ring "Ostro" {rPois Int+4} (You found it on level 27 of a ziggurat)
401405 | Zig:27   | Got a sparkling pewter ring
401406 | Zig:27   | Identified the ring of Campilun {rF+ MR++ Dex+3} (You found it on level 27 of a ziggurat)
401434 | Zig:27   | Got a transparent silver ring
401435 | Zig:27   | Identified the ring "Gathript" {Ice Str-2 Dex+5} (You found it on level 27 of a ziggurat)
401440 | Zig:27   | Identified the Compendium of Unholy Companions
401684 | Depths:2 | Identified the +3 hat of the Invisible Hand {rN+} (You acquired it on level 2 of the Depths)
401685 | Depths:2 | Identified the +0 pair of boots of Intaeruw {rF+ rCorr Dex+5} (You acquired it on level 2 of the Depths)
401756 | Zig:1    | Entered Level 1 of a ziggurat
401817 | Zig:2    | Entered Level 2 of a ziggurat
401875 | Zig:3    | Entered Level 3 of a ziggurat
401903 | Zig:3    | Got a glittering bronze ring
401905 | Zig:3    | Identified the ring of Puul {rCorr rN+ Int+6 Stlth-} (You found it on level 3 of a ziggurat)
401939 | Zig:4    | Entered Level 4 of a ziggurat
402056 | Zig:5    | Entered Level 5 of a ziggurat
402056 | Zig:5    | Noticed an ancient lich
402056 | Zig:5    | Noticed an ancient lich
402056 | Zig:5    | Noticed an ancient lich
402056 | Zig:5    | Noticed an ancient lich
402056 | Zig:5    | Noticed an ancient lich
402056 | Zig:5    | Noticed an ancient lich
402056 | Zig:5    | Noticed an ancient lich
402056 | Zig:5    | Noticed an ancient lich
402056 | Zig:5    | Noticed an ancient lich
402056 | Zig:5    | Noticed an ancient lich
402056 | Zig:5    | Noticed an ancient lich
402056 | Zig:5    | Noticed an ancient lich
402056 | Zig:5    | Noticed an ancient lich
402056 | Zig:5    | Noticed an ancient lich
402056 | Zig:5    | Noticed an ancient lich
402056 | Zig:5    | Noticed an ancient lich
402056 | Zig:5    | Noticed an ancient lich
402057 | Zig:5    | Killed an ancient lich
402057 | Zig:5    | Killed an ancient lich
402057 | Zig:5    | Killed an ancient lich
402057 | Zig:5    | Killed an ancient lich
402057 | Zig:5    | Killed an ancient lich
402057 | Zig:5    | Killed an ancient lich
402057 | Zig:5    | Killed an ancient lich
402058 | Zig:5    | Noticed an ancient lich
402058 | Zig:5    | Noticed an ancient lich
402058 | Zig:5    | Killed an ancient lich
402058 | Zig:5    | Killed an ancient lich
402058 | Zig:5    | Killed an ancient lich
402058 | Zig:5    | Killed an ancient lich
402058 | Zig:5    | Killed an ancient lich
402058 | Zig:5    | Killed an ancient lich
402058 | Zig:5    | Killed an ancient lich
402058 | Zig:5    | Killed an ancient lich
402058 | Zig:5    | Killed an ancient lich
402058 | Zig:5    | Killed an ancient lich
402058 | Zig:5    | Killed an ancient lich
402059 | Zig:5    | Noticed an ancient lich
402060 | Zig:5    | Killed an ancient lich
402062 | Zig:5    | Noticed an ancient lich
402064 | Zig:5    | Noticed an ancient lich
402064 | Zig:5    | Killed an ancient lich
402067 | Zig:5    | Killed an ancient lich
402067 | Zig:5    | Killed an ancient lich
402105 | Zig:5    | Identified the +4 crystal plate armour "Ythrikuc" {Int+4} (You found it on level 5 of a ziggurat)
402120 | Zig:6    | Entered Level 6 of a ziggurat
402252 | Zig:7    | Entered Level 7 of a ziggurat
402416 | Zig:7    | Identified the Handbook of Bewitchment
402421 | Zig:7    | Got an ancient golden ring
402423 | Zig:7    | Identified the ring of Dinapn {*Slow rN+ Str+4 Stlth+} (You found it on level 7 of a ziggurat)
402439 | Zig:7    | Got a warped pewter amulet
402440 | Zig:7    | Identified the amulet "Tennyz" {Spirit rF+ rC- Str+2} (You found it on level 7 of a ziggurat)
402472 | Zig:7    | Identified the +1 cloak of Beauty {Str+5} (You found it on level 7 of a ziggurat)
402498 | Zig:8    | Entered Level 8 of a ziggurat
402522 | Zig:8    | Noticed Ymukakk the pandemonium lord
402528 | Zig:8    | Killed Ymukakk the pandemonium lord
402568 | Zig:8    | Got a glittering granite ring
402570 | Zig:8    | Identified the ring of Epnyod {rPois AC+2 Str-4 Int+5 Dex+4} (You found it on level 8 of a ziggurat)
402582 | Zig:8    | Got a clouded ivory ring
402583 | Zig:8    | Identified the ring of Moodiness {*Contam rElec MR+ Dex+4} (You found it on level 8 of a ziggurat)
402821 | Zig:9    | Entered Level 9 of a ziggurat
402920 | Zig:10   | Entered Level 10 of a ziggurat
403010 | Zig:10   | Got a crude bone amulet
403011 | Zig:10   | Identified the amulet "Lopyjas" {Spirit rElec Dex+3} (You found it on level 10 of a ziggurat)
403101 | Zig:10   | Identified Lieq Nus's Handbook of Moulding and the Mountains
403109 | Zig:11   | Entered Level 11 of a ziggurat
403175 | Zig:11   | Got a smoking marble ring
403177 | Zig:11   | Identified the ring of Spite {+Blink rPois rN++ Str-4 Dex+3} (You found it on level 11 of a ziggurat)
403201 | Zig:11   | Identified the Volume of the Blaze and Shape Shifting
403407 | Zig:12   | Entered Level 12 of a ziggurat
403407 | Zig:12   | Noticed an ancient lich
403407 | Zig:12   | Noticed an ancient lich
403407 | Zig:12   | Noticed an ancient lich
403407 | Zig:12   | Noticed an ancient lich
403407 | Zig:12   | Noticed an ancient lich
403407 | Zig:12   | Noticed an ancient lich
403407 | Zig:12   | Noticed an ancient lich
403407 | Zig:12   | Noticed an ancient lich
403407 | Zig:12   | Noticed an ancient lich
403407 | Zig:12   | Noticed an ancient lich
403407 | Zig:12   | Noticed an ancient lich
403407 | Zig:12   | Noticed an ancient lich
403407 | Zig:12   | Noticed an ancient lich
403407 | Zig:12   | Noticed an ancient lich
403407 | Zig:12   | Noticed an ancient lich
403407 | Zig:12   | Noticed an ancient lich
403407 | Zig:12   | Noticed an ancient lich
403407 | Zig:12   | Noticed an ancient lich
403408 | Zig:12   | Killed an ancient lich
403408 | Zig:12   | Killed an ancient lich
403408 | Zig:12   | Killed an ancient lich
403408 | Zig:12   | Killed an ancient lich
403408 | Zig:12   | Killed an ancient lich
403408 | Zig:12   | Killed an ancient lich
403408 | Zig:12   | Killed an ancient lich
403408 | Zig:12   | Killed an ancient lich
403409 | Zig:12   | Noticed an ancient lich
403409 | Zig:12   | Noticed an ancient lich
403409 | Zig:12   | Noticed an ancient lich
403409 | Zig:12   | Noticed an ancient lich
403409 | Zig:12   | Noticed an ancient lich
403409 | Zig:12   | Killed an ancient lich
403409 | Zig:12   | Killed an ancient lich
403409 | Zig:12   | Killed an ancient lich
403409 | Zig:12   | Killed an ancient lich
403409 | Zig:12   | Killed an ancient lich
403409 | Zig:12   | Killed an ancient lich
403409 | Zig:12   | Killed an ancient lich
403409 | Zig:12   | Killed an ancient lich
403409 | Zig:12   | Killed an ancient lich
403409 | Zig:12   | Killed an ancient lich
403409 | Zig:12   | Killed an ancient lich
403409 | Zig:12   | Killed an ancient lich
403409 | Zig:12   | Killed an ancient lich
403409 | Zig:12   | Killed an ancient lich
403411 | Zig:12   | Noticed an ancient lich
403411 | Zig:12   | Noticed an ancient lich
403411 | Zig:12   | Noticed an ancient lich
403411 | Zig:12   | Noticed an ancient lich
403413 | Zig:12   | Noticed an ancient lich
403413 | Zig:12   | Noticed an ancient lich
403413 | Zig:12   | Killed an ancient lich
403414 | Zig:12   | Noticed an ancient lich
403414 | Zig:12   | Noticed an ancient lich
403415 | Zig:12   | Noticed an ancient lich
403415 | Zig:12   | Noticed an ancient lich
403415 | Zig:12   | Noticed an ancient lich
403415 | Zig:12   | Noticed an ancient lich
403415 | Zig:12   | Noticed an ancient lich
403415 | Zig:12   | Noticed an ancient lich
403415 | Zig:12   | Noticed an ancient lich
403416 | Zig:12   | Noticed an ancient lich
403416 | Zig:12   | Noticed an ancient lich
403416 | Zig:12   | Noticed an ancient lich
403416 | Zig:12   | Killed an ancient lich
403416 | Zig:12   | Killed an ancient lich
403416 | Zig:12   | Noticed an ancient lich
403416 | Zig:12   | Noticed an ancient lich
403417 | Zig:12   | Noticed an ancient lich
403417 | Zig:12   | Noticed an ancient lich
403417 | Zig:12   | Noticed an ancient lich
403417 | Zig:12   | Noticed an ancient lich
403417 | Zig:12   | Killed an ancient lich
403417 | Zig:12   | Killed an ancient lich
403417 | Zig:12   | Killed an ancient lich
403417 | Zig:12   | Killed an ancient lich
403417 | Zig:12   | Killed an ancient lich
403417 | Zig:12   | Killed an ancient lich
403417 | Zig:12   | Killed an ancient lich
403417 | Zig:12   | Killed an ancient lich
403417 | Zig:12   | Killed an ancient lich
403417 | Zig:12   | Killed an ancient lich
403417 | Zig:12   | Noticed an ancient lich
403418 | Zig:12   | Noticed an ancient lich
403418 | Zig:12   | Noticed an ancient lich
403418 | Zig:12   | Noticed an ancient lich
403418 | Zig:12   | Noticed an ancient lich
403418 | Zig:12   | Noticed an ancient lich
403419 | Zig:12   | Noticed an ancient lich
403419 | Zig:12   | Noticed an ancient lich
403419 | Zig:12   | Noticed an ancient lich
403419 | Zig:12   | Noticed an ancient lich
403420 | Zig:12   | Noticed an ancient lich
403420 | Zig:12   | Killed an ancient lich
403420 | Zig:12   | Killed an ancient lich
403420 | Zig:12   | Killed an ancient lich
403420 | Zig:12   | Killed an ancient lich
403420 | Zig:12   | Killed an ancient lich
403420 | Zig:12   | Killed an ancient lich
403420 | Zig:12   | Killed an ancient lich
403420 | Zig:12   | Killed an ancient lich
403420 | Zig:12   | Killed an ancient lich
403420 | Zig:12   | Killed an ancient lich
403420 | Zig:12   | Killed an ancient lich
403420 | Zig:12   | Killed an ancient lich
403420 | Zig:12   | Killed an ancient lich
403420 | Zig:12   | Killed an ancient lich
403420 | Zig:12   | Killed an ancient lich
403420 | Zig:12   | Killed an ancient lich
403420 | Zig:12   | Killed an ancient lich
403421 | Zig:12   | Noticed an ancient lich
403421 | Zig:12   | Noticed an ancient lich
403421 | Zig:12   | Noticed an ancient lich
403421 | Zig:12   | Noticed an ancient lich
403421 | Zig:12   | Noticed an ancient lich
403421 | Zig:12   | Noticed an ancient lich
403421 | Zig:12   | Noticed an ancient lich
403421 | Zig:12   | Noticed an ancient lich
403422 | Zig:12   | Noticed an ancient lich
403422 | Zig:12   | Noticed an ancient lich
403423 | Zig:12   | Killed an ancient lich
403423 | Zig:12   | Killed an ancient lich
403423 | Zig:12   | Killed an ancient lich
403423 | Zig:12   | Killed an ancient lich
403423 | Zig:12   | Killed an ancient lich
403423 | Zig:12   | Killed an ancient lich
403423 | Zig:12   | Killed an ancient lich
403423 | Zig:12   | Killed an ancient lich
403423 | Zig:12   | Killed an ancient lich
403423 | Zig:12   | Killed an ancient lich
403424 | Zig:12   | Noticed an ancient lich
403424 | Zig:12   | Noticed an ancient lich
403424 | Zig:12   | Noticed an ancient lich
403425 | Zig:12   | Noticed an ancient lich
403425 | Zig:12   | Noticed an ancient lich
403425 | Zig:12   | Killed an ancient lich
403425 | Zig:12   | Killed an ancient lich
403426 | Zig:12   | Noticed an ancient lich
403426 | Zig:12   | Noticed an ancient lich
403426 | Zig:12   | Noticed an ancient lich
403426 | Zig:12   | Killed an ancient lich
403426 | Zig:12   | Killed an ancient lich
403426 | Zig:12   | Killed an ancient lich
403427 | Zig:12   | Killed an ancient lich
403428 | Zig:12   | Noticed an ancient lich
403428 | Zig:12   | Killed an ancient lich
403428 | Zig:12   | Killed an ancient lich
403428 | Zig:12   | Killed an ancient lich
403428 | Zig:12   | Killed an ancient lich
403428 | Zig:12   | Killed an ancient lich
403429 | Zig:12   | Killed an ancient lich
403429 | Zig:12   | Killed an ancient lich
403433 | Zig:12   | Killed an ancient lich
403434 | Zig:12   | Killed an ancient lich
403500 | Zig:12   | Got a clouded golden ring
403502 | Zig:12   | Identified the ring of the Rabble {Fire *Drain MR- Int+2 Dex+9} (You found it on level 12 of a ziggurat)
403579 | Zig:13   | Entered Level 13 of a ziggurat
403579 | Zig:13   | Noticed a juggernaut
403579 | Zig:13   | Noticed a juggernaut
403579 | Zig:13   | Noticed a juggernaut
403579 | Zig:13   | Noticed a juggernaut
403579 | Zig:13   | Noticed a juggernaut
403579 | Zig:13   | Noticed a juggernaut
403579 | Zig:13   | Noticed a juggernaut
403579 | Zig:13   | Noticed a juggernaut
403579 | Zig:13   | Noticed a juggernaut
403582 | Zig:13   | Noticed a juggernaut
403582 | Zig:13   | Noticed a juggernaut
403582 | Zig:13   | Noticed a juggernaut
403583 | Zig:13   | Noticed a juggernaut
403584 | Zig:13   | Noticed a juggernaut
403584 | Zig:13   | Noticed a juggernaut
403589 | Zig:13   | Killed a juggernaut
403589 | Zig:13   | Killed a juggernaut
403589 | Zig:13   | Killed a juggernaut
403589 | Zig:13   | Killed a juggernaut
403589 | Zig:13   | Killed a juggernaut
403589 | Zig:13   | Killed a juggernaut
403589 | Zig:13   | Killed a juggernaut
403589 | Zig:13   | Killed a juggernaut
403589 | Zig:13   | Killed a juggernaut
403589 | Zig:13   | Killed a juggernaut
403589 | Zig:13   | Killed a juggernaut
403589 | Zig:13   | Killed a juggernaut
403590 | Zig:13   | Noticed a juggernaut
403590 | Zig:13   | Noticed a juggernaut
403590 | Zig:13   | Noticed a juggernaut
403590 | Zig:13   | Noticed a juggernaut
403591 | Zig:13   | Noticed a juggernaut
403591 | Zig:13   | Killed a juggernaut
403592 | Zig:13   | Noticed a juggernaut
403593 | Zig:13   | Noticed a juggernaut
403593 | Zig:13   | Noticed a juggernaut
403594 | Zig:13   | Killed a juggernaut
403594 | Zig:13   | Killed a juggernaut
403594 | Zig:13   | Killed a juggernaut
403594 | Zig:13   | Killed a juggernaut
403594 | Zig:13   | Killed a juggernaut
403594 | Zig:13   | Killed a juggernaut
403594 | Zig:13   | Killed a juggernaut
403595 | Zig:13   | Noticed a juggernaut
403595 | Zig:13   | Noticed a juggernaut
403595 | Zig:13   | Noticed a juggernaut
403596 | Zig:13   | Noticed a juggernaut
403596 | Zig:13   | Noticed a juggernaut
403597 | Zig:13   | Noticed a juggernaut
403597 | Zig:13   | Noticed a juggernaut
403599 | Zig:13   | Noticed a juggernaut
403599 | Zig:13   | Killed a juggernaut
403600 | Zig:13   | Noticed a juggernaut
403600 | Zig:13   | Noticed a juggernaut
403600 | Zig:13   | Noticed a juggernaut
403600 | Zig:13   | Noticed a juggernaut
403602 | Zig:13   | Noticed a juggernaut
403604 | Zig:13   | Noticed a juggernaut
403605 | Zig:13   | Killed a juggernaut
403605 | Zig:13   | Killed a juggernaut
403605 | Zig:13   | Killed a juggernaut
403605 | Zig:13   | Killed a juggernaut
403605 | Zig:13   | Killed a juggernaut
403605 | Zig:13   | Killed a juggernaut
403605 | Zig:13   | Killed a juggernaut
403605 | Zig:13   | Killed a juggernaut
403605 | Zig:13   | Killed a juggernaut
403605 | Zig:13   | Killed a juggernaut
403605 | Zig:13   | Killed a juggernaut
403605 | Zig:13   | Killed a juggernaut
403605 | Zig:13   | Killed a juggernaut
403605 | Zig:13   | Killed a juggernaut
403605 | Zig:13   | Killed a juggernaut
403606 | Zig:13   | Noticed a juggernaut
403606 | Zig:13   | Noticed a juggernaut
403606 | Zig:13   | Noticed a juggernaut
403606 | Zig:13   | Noticed a juggernaut
403606 | Zig:13   | Noticed a juggernaut
403607 | Zig:13   | Noticed a juggernaut
403607 | Zig:13   | Noticed a juggernaut
403607 | Zig:13   | Noticed a juggernaut
403607 | Zig:13   | Noticed a juggernaut
403607 | Zig:13   | Noticed a juggernaut
403608 | Zig:13   | Noticed a juggernaut
403610 | Zig:13   | Noticed a juggernaut
403612 | Zig:13   | Noticed a juggernaut
403612 | Zig:13   | Noticed a juggernaut
403613 | Zig:13   | Killed a juggernaut
403613 | Zig:13   | Killed a juggernaut
403613 | Zig:13   | Killed a juggernaut
403613 | Zig:13   | Killed a juggernaut
403613 | Zig:13   | Killed a juggernaut
403613 | Zig:13   | Killed a juggernaut
403613 | Zig:13   | Killed a juggernaut
403613 | Zig:13   | Killed a juggernaut
403613 | Zig:13   | Killed a juggernaut
403613 | Zig:13   | Killed a juggernaut
403614 | Zig:13   | Noticed a juggernaut
403615 | Zig:13   | Noticed a juggernaut
403617 | Zig:13   | Noticed a juggernaut
403617 | Zig:13   | Noticed a juggernaut
403621 | Zig:13   | Noticed a juggernaut
403621 | Zig:13   | Noticed a juggernaut
403623 | Zig:13   | Killed a juggernaut
403623 | Zig:13   | Killed a juggernaut
403623 | Zig:13   | Killed a juggernaut
403623 | Zig:13   | Killed a juggernaut
403623 | Zig:13   | Killed a juggernaut
403623 | Zig:13   | Killed a juggernaut
403623 | Zig:13   | Killed a juggernaut
403623 | Zig:13   | Killed a juggernaut
403623 | Zig:13   | Killed a juggernaut
403623 | Zig:13   | Killed a juggernaut
403623 | Zig:13   | Killed a juggernaut
403624 | Zig:13   | Noticed a juggernaut
403626 | Zig:13   | Noticed a juggernaut
403636 | Zig:13   | Killed a juggernaut
403636 | Zig:13   | Killed a juggernaut
403676 | Zig:13   | Got a clouded turquoise ring
403678 | Zig:13   | Identified the ring of Awniacin {rCorr rPois Dex+4} (You found it on level 13 of a ziggurat)
403899 | Zig:14   | Entered Level 14 of a ziggurat
403969 | Zig:14   | Got a coiled granite ring
403971 | Zig:14   | Identified the ring of Henwyeqa {rC+ Str+5} (You found it on level 14 of a ziggurat)
404086 | Zig:14   | Identified Caoteiff's Almanac of Enchanting Ice
404097 | Zig:15   | Entered Level 15 of a ziggurat
404097 | Zig:15   | Noticed a greater mummy
404097 | Zig:15   | Noticed a greater mummy
404097 | Zig:15   | Noticed a greater mummy
404097 | Zig:15   | Noticed a greater mummy
404097 | Zig:15   | Noticed a greater mummy
404097 | Zig:15   | Noticed a greater mummy
404097 | Zig:15   | Noticed a greater mummy
404097 | Zig:15   | Noticed a greater mummy
404097 | Zig:15   | Noticed a greater mummy
404097 | Zig:15   | Noticed a greater mummy
404097 | Zig:15   | Noticed a greater mummy
404097 | Zig:15   | Noticed a greater mummy
404099 | Zig:15   | Noticed a greater mummy
404099 | Zig:15   | Noticed a greater mummy
404099 | Zig:15   | Noticed a greater mummy
404099 | Zig:15   | Noticed a greater mummy
404100 | Zig:15   | Killed a greater mummy
404100 | Zig:15   | Killed a greater mummy
404100 | Zig:15   | Killed a greater mummy
404100 | Zig:15   | Killed a greater mummy
404100 | Zig:15   | Killed a greater mummy
404100 | Zig:15   | Killed a greater mummy
404100 | Zig:15   | Killed a greater mummy
404100 | Zig:15   | Killed a greater mummy
404101 | Zig:15   | Noticed a greater mummy
404101 | Zig:15   | Noticed a greater mummy
404102 | Zig:15   | Noticed a greater mummy
404102 | Zig:15   | Killed a greater mummy
404102 | Zig:15   | Killed a greater mummy
404102 | Zig:15   | Killed a greater mummy
404102 | Zig:15   | Killed a greater mummy
404102 | Zig:15   | Killed a greater mummy
404103 | Zig:15   | Noticed a greater mummy
404103 | Zig:15   | Noticed a greater mummy
404103 | Zig:15   | Noticed a greater mummy
404103 | Zig:15   | Killed a greater mummy
404103 | Zig:15   | Killed a greater mummy
404104 | Zig:15   | Noticed a greater mummy
404104 | Zig:15   | Noticed a greater mummy
404104 | Zig:15   | Noticed a greater mummy
404104 | Zig:15   | Noticed a greater mummy
404104 | Zig:15   | Killed a greater mummy
404105 | Zig:15   | Noticed a greater mummy
404105 | Zig:15   | Noticed a greater mummy
404106 | Zig:15   | Killed a greater mummy
404106 | Zig:15   | Killed a greater mummy
404106 | Zig:15   | Killed a greater mummy
404106 | Zig:15   | Killed a greater mummy
404106 | Zig:15   | Killed a greater mummy
404106 | Zig:15   | Killed a greater mummy
404106 | Zig:15   | Killed a greater mummy
404106 | Zig:15   | Killed a greater mummy
404107 | Zig:15   | Noticed a greater mummy
404107 | Zig:15   | Noticed a greater mummy
404107 | Zig:15   | Noticed a greater mummy
404108 | Zig:15   | Noticed a greater mummy
404108 | Zig:15   | Killed a greater mummy
404108 | Zig:15   | Killed a greater mummy
404108 | Zig:15   | Killed a greater mummy
404109 | Zig:15   | Noticed a greater mummy
404109 | Zig:15   | Noticed a greater mummy
404109 | Zig:15   | Noticed a greater mummy
404109 | Zig:15   | Noticed a greater mummy
404109 | Zig:15   | Noticed a greater mummy
404109 | Zig:15   | Noticed a greater mummy
404109 | Zig:15   | Noticed a greater mummy
404109 | Zig:15   | Noticed a greater mummy
404109 | Zig:15   | Killed a greater mummy
404110 | Zig:15   | Noticed a greater mummy
404110 | Zig:15   | Noticed a greater mummy
404110 | Zig:15   | Noticed a greater mummy
404110 | Zig:15   | Noticed a greater mummy
404110 | Zig:15   | Killed a greater mummy
404110 | Zig:15   | Killed a greater mummy
404111 | Zig:15   | Noticed a greater mummy
404111 | Zig:15   | Noticed a greater mummy
404111 | Zig:15   | Noticed a greater mummy
404111 | Zig:15   | Noticed a greater mummy
404112 | Zig:15   | Noticed a greater mummy
404112 | Zig:15   | Killed a greater mummy
404112 | Zig:15   | Killed a greater mummy
404112 | Zig:15   | Killed a greater mummy
404112 | Zig:15   | Killed a greater mummy
404112 | Zig:15   | Killed a greater mummy
404112 | Zig:15   | Killed a greater mummy
404113 | Zig:15   | Noticed a greater mummy
404113 | Zig:15   | Noticed a greater mummy
404113 | Zig:15   | Noticed a greater mummy
404113 | Zig:15   | Noticed a greater mummy
404114 | Zig:15   | Killed a greater mummy
404114 | Zig:15   | Killed a greater mummy
404114 | Zig:15   | Killed a greater mummy
404114 | Zig:15   | Killed a greater mummy
404114 | Zig:15   | Killed a greater mummy
404114 | Zig:15   | Killed a greater mummy
404114 | Zig:15   | Killed a greater mummy
404115 | Zig:15   | Killed a greater mummy
404115 | Zig:15   | Killed a greater mummy
404115 | Zig:15   | Killed a greater mummy
404115 | Zig:15   | Killed a greater mummy
404116 | Zig:15   | Noticed a greater mummy
404116 | Zig:15   | Noticed a greater mummy
404116 | Zig:15   | Noticed a greater mummy
404116 | Zig:15   | Noticed a greater mummy
404116 | Zig:15   | Killed a greater mummy
404116 | Zig:15   | Killed a greater mummy
404117 | Zig:15   | Noticed a greater mummy
404117 | Zig:15   | Noticed a greater mummy
404117 | Zig:15   | Noticed a greater mummy
404117 | Zig:15   | Noticed a greater mummy
404118 | Zig:15   | Noticed a greater mummy
404119 | Zig:15   | Killed a greater mummy
404119 | Zig:15   | Killed a greater mummy
404119 | Zig:15   | Killed a greater mummy
404119 | Zig:15   | Killed a greater mummy
404120 | Zig:15   | Killed a greater mummy
404120 | Zig:15   | Killed a greater mummy
404120 | Zig:15   | Killed a greater mummy
404120 | Zig:15   | Killed a greater mummy
404120 | Zig:15   | Killed a greater mummy
404120 | Zig:15   | Killed a greater mummy
404120 | Zig:15   | Killed a greater mummy
404122 | Zig:15   | Noticed a greater mummy
404122 | Zig:15   | Noticed a greater mummy
404122 | Zig:15   | Killed a greater mummy
404122 | Zig:15   | Killed a greater mummy
404125 | Zig:15   | Killed a greater mummy
404128 | Zig:15   | Killed a greater mummy
404138 | Zig:15   | Got a shimmering marble ring
404140 | Zig:15   | Identified the ring of Wonuemyu {+Fly rN+ MP+9 Int+4} (You found it on level 15 of a ziggurat)
404143 | Zig:15   | Identified the Incunabulum of the First Beggars
404152 | Zig:15   | Got a crude lead amulet
404153 | Zig:15   | Identified the amulet of Disaster {Inacc rN+ Int+3} (You found it on level 15 of a ziggurat)
404306 | Zig:16   | Entered Level 16 of a ziggurat
404589 | Zig:16   | Identified the +2 large shield of Noon {Str+4 Int+7} (You found it on level 16 of a ziggurat)
404630 | Zig:17   | Entered Level 17 of a ziggurat
404762 | Zig:17   | Got a shimmering silver ring
404764 | Zig:17   | Identified the ring "Fydyphar" {rPois rF++ Stlth+} (You found it on level 17 of a ziggurat)
404783 | Zig:17   | Got a brightly glowing tin amulet
404784 | Zig:17   | Identified the amulet of Kikubaaqudgha's Envy {Harm *Drain rF++ Int+6 Dex-2} (You found it on level 17 of a ziggurat)
404937 | Zig:18   | Entered Level 18 of a ziggurat
404982 | Zig:18   | Got a flickering brass ring
404983 | Zig:18   | Identified the Grimoire of Virous Stones
404986 | Zig:18   | Identified the ring "Wogeudwe" {Ice Str+7} (You found it on level 18 of a ziggurat)
405023 | Zig:18   | Identified the Compendium of Necromancy
405032 | Zig:18   | Got a sparkling marble ring
405033 | Zig:18   | Identified the ring of the Middle {rElec rF+ rN+ Dex+3} (You found it on level 18 of a ziggurat)
405174 | Zig:19   | Entered Level 19 of a ziggurat
405763 | Zig:19   | Got a glittering silver ring
405765 | Zig:19   | Identified the ring of the Illusory Wars {rCorr Str+3 Slay-2 Stlth+} (You found it on level 19 of a ziggurat)
405769 | Zig:19   | Got a steaming amethyst amulet
405770 | Zig:19   | Identified the amulet of Orhatt {RegenMP rC+ Str+2} (You found it on level 19 of a ziggurat)
405773 | Zig:19   | Identified the Handbook of Clay
405780 | Zig:19   | Got a steaming bronze ring
405781 | Zig:19   | Identified the ring of Onwivota {rF++ Int+4 Dex-3 SInv} (You found it on level 19 of a ziggurat)
405791 | Zig:19   | Got a transparent lead amulet
405792 | Zig:19   | Identified the amulet "Foxaile" {Faith rPois MP+9} (You found it on level 19 of a ziggurat)
405900 | Zig:20   | Entered Level 20 of a ziggurat
406010 | Zig:20   | Paralysed by a floating eye for 2 turns
406058 | Zig:20   | Got a glittering glass ring
406059 | Zig:20   | Identified the ring "Ahat Ept" {+Blink rF- rN+ MP+9} (You found it on level 20 of a ziggurat)
406070 | Zig:20   | Got a coiled platinum ring
406071 | Zig:20   | Identified the ring of Ixuime {-Tele rElec MR- Str+5 Slay+1} (You found it on level 20 of a ziggurat)
406185 | Zig:21   | Entered Level 21 of a ziggurat
406233 | Zig:21   | Paralysed by a floating eye for 4 turns
406296 | Zig:21   | Paralysed by a floating eye for 2 turns
406336 | Zig:21   | Got a wavering zirconium amulet
406339 | Zig:21   | Identified the amulet "Vauca" {Inacc Str+2 Int+5 Dex+3} (You found it on level 21 of a ziggurat)
406343 | Zig:21   | Identified the cursed +0 pair of boots of Nirghof {rPois rC++ rCorr Slay-4} (You found it on level 21 of a ziggurat)
406371 | Zig:21   | Got a crude ivory ring
406373 | Zig:21   | Identified the ring "Wypiq" {Int+2 Stlth+} (You found it on level 21 of a ziggurat)
406383 | Zig:21   | Identified the Papyrus of Doomed Ignition
406461 | Zig:21   | Identified the +1 cloak "Duolani" {rF+ Str-2 Dex+4} (You found it on level 21 of a ziggurat)
406470 | Zig:22   | Entered Level 22 of a ziggurat
406470 | Zig:22   | Noticed a greater mummy
406470 | Zig:22   | Noticed a greater mummy
406470 | Zig:22   | Noticed a greater mummy
406470 | Zig:22   | Noticed a greater mummy
406470 | Zig:22   | Noticed a greater mummy
406471 | Zig:22   | Noticed a greater mummy
406472 | Zig:22   | Noticed a greater mummy
406473 | Zig:22   | Noticed a greater mummy
406474 | Zig:22   | Noticed a greater mummy
406474 | Zig:22   | Noticed a greater mummy
406474 | Zig:22   | Noticed a greater mummy
406474 | Zig:22   | Noticed a greater mummy
406474 | Zig:22   | Noticed a greater mummy
406474 | Zig:22   | Killed a greater mummy
406474 | Zig:22   | Killed a greater mummy
406474 | Zig:22   | Killed a greater mummy
406474 | Zig:22   | Killed a greater mummy
406475 | Zig:22   | Noticed a greater mummy
406476 | Zig:22   | Killed a greater mummy
406476 | Zig:22   | Killed a greater mummy
406477 | Zig:22   | Noticed a greater mummy
406477 | Zig:22   | Noticed a greater mummy
406477 | Zig:22   | Noticed a greater mummy
406477 | Zig:22   | Killed a greater mummy
406477 | Zig:22   | Killed a greater mummy
406478 | Zig:22   | Noticed a greater mummy
406478 | Zig:22   | Killed a greater mummy
406479 | Zig:22   | Noticed a greater mummy
406479 | Zig:22   | Killed a greater mummy
406479 | Zig:22   | Killed a greater mummy
406479 | Zig:22   | Killed a greater mummy
406479 | Zig:22   | Killed a greater mummy
406480 | Zig:22   | Noticed a greater mummy
406480 | Zig:22   | Noticed a greater mummy
406480 | Zig:22   | Noticed a greater mummy
406480 | Zig:22   | Noticed a greater mummy
406480 | Zig:22   | Noticed a greater mummy
406481 | Zig:22   | Noticed a greater mummy
406481 | Zig:22   | Noticed a greater mummy
406482 | Zig:22   | Noticed a greater mummy
406482 | Zig:22   | Noticed a greater mummy
406482 | Zig:22   | Noticed a greater mummy
406482 | Zig:22   | Noticed a greater mummy
406482 | Zig:22   | Noticed a greater mummy
406482 | Zig:22   | Noticed a greater mummy
406482 | Zig:22   | Noticed a greater mummy
406483 | Zig:22   | Noticed a greater mummy
406488 | Zig:22   | Killed a greater mummy
406488 | Zig:22   | Killed a greater mummy
406488 | Zig:22   | Killed a greater mummy
406488 | Zig:22   | Killed a greater mummy
406488 | Zig:22   | Killed a greater mummy
406489 | Zig:22   | Noticed a greater mummy
406489 | Zig:22   | Noticed a greater mummy
406489 | Zig:22   | Noticed a greater mummy
406489 | Zig:22   | Noticed a greater mummy
406489 | Zig:22   | Noticed a greater mummy
406489 | Zig:22   | Noticed a greater mummy
406489 | Zig:22   | Killed a greater mummy
406489 | Zig:22   | Killed a greater mummy
406489 | Zig:22   | Killed a greater mummy
406489 | Zig:22   | Killed a greater mummy
406489 | Zig:22   | Killed a greater mummy
406489 | Zig:22   | Killed a greater mummy
406489 | Zig:22   | Killed a greater mummy
406489 | Zig:22   | Killed a greater mummy
406489 | Zig:22   | Killed a greater mummy
406490 | Zig:22   | Noticed a greater mummy
406490 | Zig:22   | Noticed a greater mummy
406490 | Zig:22   | Noticed a greater mummy
406490 | Zig:22   | Killed a greater mummy
406490 | Zig:22   | Killed a greater mummy
406491 | Zig:22   | Noticed a greater mummy
406491 | Zig:22   | Killed a greater mummy
406491 | Zig:22   | Killed a greater mummy
406491 | Zig:22   | Killed a greater mummy
406492 | Zig:22   | Killed a greater mummy
406492 | Zig:22   | Killed a greater mummy
406492 | Zig:22   | Killed a greater mummy
406492 | Zig:22   | Killed a greater mummy
406492 | Zig:22   | Killed a greater mummy
406492 | Zig:22   | Killed a greater mummy
406493 | Zig:22   | Noticed a greater mummy
406493 | Zig:22   | Noticed a greater mummy
406493 | Zig:22   | Noticed a greater mummy
406493 | Zig:22   | Noticed a greater mummy
406493 | Zig:22   | Noticed a greater mummy
406493 | Zig:22   | Noticed a greater mummy
406493 | Zig:22   | Killed a greater mummy
406493 | Zig:22   | Killed a greater mummy
406493 | Zig:22   | Killed a greater mummy
406493 | Zig:22   | Killed a greater mummy
406494 | Zig:22   | Noticed a greater mummy
406494 | Zig:22   | Noticed a greater mummy
406494 | Zig:22   | Noticed a greater mummy
406494 | Zig:22   | Noticed a greater mummy
406494 | Zig:22   | Noticed a greater mummy
406495 | Zig:22   | Noticed a greater mummy
406495 | Zig:22   | Noticed a greater mummy
406495 | Zig:22   | Noticed a greater mummy
406495 | Zig:22   | Killed a greater mummy
406496 | Zig:22   | Noticed a greater mummy
406496 | Zig:22   | Noticed a greater mummy
406496 | Zig:22   | Killed a greater mummy
406496 | Zig:22   | Killed a greater mummy
406497 | Zig:22   | Noticed a greater mummy
406497 | Zig:22   | Noticed a greater mummy
406497 | Zig:22   | Killed a greater mummy
406497 | Zig:22   | Killed a greater mummy
406497 | Zig:22   | Killed a greater mummy
406498 | Zig:22   | Noticed a greater mummy
406498 | Zig:22   | Noticed a greater mummy
406498 | Zig:22   | Noticed a greater mummy
406498 | Zig:22   | Noticed a greater mummy
406498 | Zig:22   | Noticed a greater mummy
406498 | Zig:22   | Killed a greater mummy
406498 | Zig:22   | Killed a greater mummy
406498 | Zig:22   | Killed a greater mummy
406498 | Zig:22   | Killed a greater mummy
406498 | Zig:22   | Killed a greater mummy
406499 | Zig:22   | Noticed a greater mummy
406499 | Zig:22   | Noticed a greater mummy
406499 | Zig:22   | Noticed a greater mummy
406499 | Zig:22   | Noticed a greater mummy
406499 | Zig:22   | Killed a greater mummy
406499 | Zig:22   | Killed a greater mummy
406499 | Zig:22   | Killed a greater mummy
406499 | Zig:22   | Killed a greater mummy
406499 | Zig:22   | Killed a greater mummy
406500 | Zig:22   | Noticed a greater mummy
406500 | Zig:22   | Noticed a greater mummy
406500 | Zig:22   | Noticed a greater mummy
406500 | Zig:22   | Noticed a greater mummy
406500 | Zig:22   | Noticed a greater mummy
406500 | Zig:22   | Noticed a greater mummy
406501 | Zig:22   | Noticed a greater mummy
406501 | Zig:22   | Killed a greater mummy
406501 | Zig:22   | Killed a greater mummy
406501 | Zig:22   | Killed a greater mummy
406502 | Zig:22   | Noticed a greater mummy
406502 | Zig:22   | Noticed a greater mummy
406502 | Zig:22   | Killed a greater mummy
406503 | Zig:22   | Noticed a greater mummy
406503 | Zig:22   | Noticed a greater mummy
406503 | Zig:22   | Killed a greater mummy
406503 | Zig:22   | Killed a greater mummy
406503 | Zig:22   | Killed a greater mummy
406503 | Zig:22   | Killed a greater mummy
406503 | Zig:22   | Killed a greater mummy
406503 | Zig:22   | Killed a greater mummy
406503 | Zig:22   | Killed a greater mummy
406503 | Zig:22   | Killed a greater mummy
406503 | Zig:22   | Killed a greater mummy
406503 | Zig:22   | Killed a greater mummy
406503 | Zig:22   | Killed a greater mummy
406503 | Zig:22   | Killed a greater mummy
406503 | Zig:22   | Killed a greater mummy
406503 | Zig:22   | Killed a greater mummy
406504 | Zig:22   | Noticed a greater mummy
406504 | Zig:22   | Noticed a greater mummy
406504 | Zig:22   | Noticed a greater mummy
406504 | Zig:22   | Noticed a greater mummy
406504 | Zig:22   | Noticed a greater mummy
406504 | Zig:22   | Noticed a greater mummy
406504 | Zig:22   | Killed a greater mummy
406504 | Zig:22   | Killed a greater mummy
406505 | Zig:22   | Noticed a greater mummy
406505 | Zig:22   | Noticed a greater mummy
406505 | Zig:22   | Noticed a greater mummy
406505 | Zig:22   | Noticed a greater mummy
406505 | Zig:22   | Killed a greater mummy
406505 | Zig:22   | Killed a greater mummy
406505 | Zig:22   | Killed a greater mummy
406506 | Zig:22   | Noticed a greater mummy
406506 | Zig:22   | Noticed a greater mummy
406506 | Zig:22   | Noticed a greater mummy
406506 | Zig:22   | Noticed a greater mummy
406507 | Zig:22   | Noticed a greater mummy
406507 | Zig:22   | Noticed a greater mummy
406508 | Zig:22   | Noticed a greater mummy
406508 | Zig:22   | Noticed a greater mummy
406508 | Zig:22   | Noticed a greater mummy
406509 | Zig:22   | Killed a greater mummy
406509 | Zig:22   | Killed a greater mummy
406510 | Zig:22   | Noticed a greater mummy
406510 | Zig:22   | Noticed a greater mummy
406510 | Zig:22   | Killed a greater mummy
406511 | Zig:22   | Noticed a greater mummy
406511 | Zig:22   | Killed a greater mummy
406511 | Zig:22   | Killed a greater mummy
406511 | Zig:22   | Killed a greater mummy
406511 | Zig:22   | Killed a greater mummy
406511 | Zig:22   | Killed a greater mummy
406512 | Zig:22   | Noticed a greater mummy
406512 | Zig:22   | Killed a greater mummy
406512 | Zig:22   | Killed a greater mummy
406512 | Zig:22   | Killed a greater mummy
406512 | Zig:22   | Killed a greater mummy
406512 | Zig:22   | Killed a greater mummy
406512 | Zig:22   | Killed a greater mummy
406512 | Zig:22   | Killed a greater mummy
406512 | Zig:22   | Killed a greater mummy
406513 | Zig:22   | Noticed a greater mummy
406513 | Zig:22   | Noticed a greater mummy
406513 | Zig:22   | Noticed a greater mummy
406513 | Zig:22   | Killed a greater mummy
406513 | Zig:22   | Killed a greater mummy
406513 | Zig:22   | Killed a greater mummy
406514 | Zig:22   | Noticed a greater mummy
406514 | Zig:22   | Noticed a greater mummy
406514 | Zig:22   | Noticed a greater mummy
406516 | Zig:22   | Killed a greater mummy
406516 | Zig:22   | Killed a greater mummy
406516 | Zig:22   | Killed a greater mummy
406518 | Zig:22   | Killed a greater mummy
406518 | Zig:22   | Killed a greater mummy
406519 | Zig:22   | Noticed a greater mummy
406519 | Zig:22   | Noticed a greater mummy
406519 | Zig:22   | Killed a greater mummy
406519 | Zig:22   | Killed a greater mummy
406519 | Zig:22   | Killed a greater mummy
406520 | Zig:22   | Killed a greater mummy
406520 | Zig:22   | Killed a greater mummy
406520 | Zig:22   | Killed a greater mummy
406524 | Zig:22   | Killed a greater mummy
406526 | Zig:22   | Killed a greater mummy
406565 | Zig:22   | Got a slimy pewter ring
406567 | Zig:22   | Identified the ring of the Iron Devil {rElec rPois Int+4} (You found it on level 22 of a ziggurat)
406668 | Zig:23   | Entered Level 23 of a ziggurat
406727 | Zig:23   | Noticed Ili Moff the pandemonium lord
406747 | Zig:23   | Killed Ili Moff the pandemonium lord
406895 | Zig:23   | Got a scorched turquoise ring
406897 | Zig:23   | Identified the ring of Salvation {rPois rF+ rC+ MR+} (You found it on level 23 of a ziggurat)
406907 | Zig:23   | Identified the Handbook of Shape Shifting
406912 | Zig:23   | Got a crude iron amulet
406913 | Zig:23   | Identified the amulet of the Scarab {Harm *Drain MR+ Str+3} (You found it on level 23 of a ziggurat)
407095 | Zig:24   | Entered Level 24 of a ziggurat
407311 | Zig:24   | Identified the Almanac of Battle Magic and the Escort
407319 | Zig:24   | Identified The Catalogue of Greatest Risks and Utility
407488 | Zig:25   | Entered Level 25 of a ziggurat
407917 | Zig:25   | Got a heavily runed steel ring
407919 | Zig:25   | Identified the ring "Koissies" {rC+ Str+8 Dex-4 Stlth+} (You found it on level 25 of a ziggurat)
407960 | Zig:25   | Got a twitching jade ring
407961 | Zig:25   | Identified the ring of the Jackalope {AC+4 Stlth+} (You found it on level 25 of a ziggurat)
408116 | Zig:25   | Identified the cursed +1 pearl dragon scales of Xitsa {rN+ Int+3} (You found it on level 25 of a ziggurat)
408146 | Zig:26   | Entered Level 26 of a ziggurat
408524 | Zig:26   | Identified Atweib's Catalogue of Lethal Malediction
408709 | Zig:26   | Identified the cursed +1 broad axe of the Pill Bug {chop, rF+ MR+ Int+4} (You found it on level 26 of a ziggurat)
408722 | Zig:27   | Entered Level 27 of a ziggurat
408829 | Zig:27   | Got a crude emerald amulet
408830 | Zig:27   | Identified the amulet "Taq Fet" {+Rage rN+ Str+3} (You found it on level 27 of a ziggurat)
408834 | Zig:27   | Got a sparkling tin ring
408836 | Zig:27   | Identified the ring of Inaed {rF+ Dex+4} (You found it on level 27 of a ziggurat)
408841 | Zig:27   | Got a scorched steel amulet
408842 | Zig:27   | Identified the amulet "Gaefo" {Gourm *Contam rElec rN+ MR+} (You found it on level 27 of a ziggurat)
409122 | Zig:1    | Entered Level 1 of a ziggurat
409160 | Zig:2    | Entered Level 2 of a ziggurat
409343 | Zig:3    | Entered Level 3 of a ziggurat
409343 | Zig:3    | Noticed an ancient lich
409344 | Zig:3    | Noticed an ancient lich
409344 | Zig:3    | Noticed an ancient lich
409346 | Zig:3    | Noticed an ancient lich
409346 | Zig:3    | Noticed an ancient lich
409347 | Zig:3    | Noticed an ancient lich
409347 | Zig:3    | Killed an ancient lich
409348 | Zig:3    | Noticed an ancient lich
409348 | Zig:3    | Killed an ancient lich
409349 | Zig:3    | Killed an ancient lich
409349 | Zig:3    | Killed an ancient lich
409350 | Zig:3    | Killed an ancient lich
409350 | Zig:3    | Killed an ancient lich
409352 | Zig:3    | Killed an ancient lich
409436 | Zig:4    | Entered Level 4 of a ziggurat
409507 | Zig:4    | Identified Nixaedei's Volume of Fetching Ignition
409530 | Zig:5    | Entered Level 5 of a ziggurat
409804 | Zig:6    | Entered Level 6 of a ziggurat
409804 | Zig:6    | Noticed a juggernaut
409804 | Zig:6    | Noticed a juggernaut
409804 | Zig:6    | Noticed a juggernaut
409804 | Zig:6    | Noticed a juggernaut
409804 | Zig:6    | Noticed a juggernaut
409804 | Zig:6    | Noticed a juggernaut
409804 | Zig:6    | Noticed a juggernaut
409804 | Zig:6    | Noticed a juggernaut
409804 | Zig:6    | Noticed a juggernaut
409804 | Zig:6    | Noticed a juggernaut
409807 | Zig:6    | Noticed a juggernaut
409809 | Zig:6    | Noticed a juggernaut
409814 | Zig:6    | Killed a juggernaut
409814 | Zig:6    | Killed a juggernaut
409814 | Zig:6    | Killed a juggernaut
409814 | Zig:6    | Killed a juggernaut
409814 | Zig:6    | Killed a juggernaut
409814 | Zig:6    | Killed a juggernaut
409814 | Zig:6    | Killed a juggernaut
409814 | Zig:6    | Killed a juggernaut
409814 | Zig:6    | Killed a juggernaut
409814 | Zig:6    | Killed a juggernaut
409815 | Zig:6    | Noticed a juggernaut
409815 | Zig:6    | Noticed a juggernaut
409815 | Zig:6    | Noticed a juggernaut
409815 | Zig:6    | Noticed a juggernaut
409815 | Zig:6    | Noticed a juggernaut
409816 | Zig:6    | Noticed a juggernaut
409817 | Zig:6    | Noticed a juggernaut
409821 | Zig:6    | Noticed a juggernaut
409822 | Zig:6    | Killed a juggernaut
409825 | Zig:6    | Noticed a juggernaut
409825 | Zig:6    | Killed a juggernaut
409825 | Zig:6    | Killed a juggernaut
409825 | Zig:6    | Killed a juggernaut
409825 | Zig:6    | Killed a juggernaut
409825 | Zig:6    | Killed a juggernaut
409825 | Zig:6    | Killed a juggernaut
409825 | Zig:6    | Killed a juggernaut
409825 | Zig:6    | Killed a juggernaut
409826 | Zig:6    | Noticed a juggernaut
409834 | Zig:6    | Killed a juggernaut
409836 | Zig:6    | Killed a juggernaut
409836 | Zig:6    | Killed a juggernaut
409930 | Zig:7    | Entered Level 7 of a ziggurat
409951 | Zig:7    | Noticed Qyamuh the pandemonium lord
409963 | Zig:7    | Killed Qyamuh the pandemonium lord
410019 | Zig:7    | Got a vibrating jade ring
410021 | Zig:7    | Identified the ring "Doucs" {rN++ MR+ Str+4 Int-4} (You found it on level 7 of a ziggurat)
410025 | Zig:7    | Identified the +1 pair of boots of the Peasants {Dex+3} (You found it on level 7 of a ziggurat)
410036 | Zig:7    | Got a vibrating silver ring
410037 | Zig:7    | Identified the ring "Fedul" {Int+4 Stlth+} (You found it on level 7 of a ziggurat)
410076 | Zig:8    | Entered Level 8 of a ziggurat
410102 | Zig:8    | Got a scintillating zirconium amulet
410205 | Zig:8    | Identified the Catalogue of Unstable Confrontation
410255 | Zig:9    | Entered Level 9 of a ziggurat
410255 | Zig:9    | Noticed a greater mummy
410255 | Zig:9    | Noticed a greater mummy
410255 | Zig:9    | Noticed a greater mummy
410255 | Zig:9    | Noticed a greater mummy
410255 | Zig:9    | Noticed a greater mummy
410255 | Zig:9    | Noticed a greater mummy
410255 | Zig:9    | Noticed a greater mummy
410255 | Zig:9    | Noticed a greater mummy
410258 | Zig:9    | Killed a greater mummy
410259 | Zig:9    | Killed a greater mummy
410259 | Zig:9    | Killed a greater mummy
410259 | Zig:9    | Killed a greater mummy
410259 | Zig:9    | Killed a greater mummy
410259 | Zig:9    | Killed a greater mummy
410259 | Zig:9    | Killed a greater mummy
410260 | Zig:9    | Killed a greater mummy
410262 | Zig:9    | Noticed a greater mummy
410263 | Zig:9    | Noticed a greater mummy
410263 | Zig:9    | Noticed a greater mummy
410263 | Zig:9    | Noticed a greater mummy
410263 | Zig:9    | Noticed a greater mummy
410263 | Zig:9    | Noticed a greater mummy
410264 | Zig:9    | Noticed a greater mummy
410264 | Zig:9    | Noticed a greater mummy
410264 | Zig:9    | Noticed a greater mummy
410268 | Zig:9    | Noticed a greater mummy
410268 | Zig:9    | Noticed a greater mummy
410268 | Zig:9    | Killed a greater mummy
410268 | Zig:9    | Killed a greater mummy
410269 | Zig:9    | Killed a greater mummy
410269 | Zig:9    | Killed a greater mummy
410269 | Zig:9    | Killed a greater mummy
410269 | Zig:9    | Killed a greater mummy
410269 | Zig:9    | Killed a greater mummy
410269 | Zig:9    | Killed a greater mummy
410270 | Zig:9    | Noticed a greater mummy
410270 | Zig:9    | Noticed a greater mummy
410270 | Zig:9    | Killed a greater mummy
410272 | Zig:9    | Noticed a greater mummy
410273 | Zig:9    | Killed a greater mummy
410273 | Zig:9    | Killed a greater mummy
410274 | Zig:9    | Killed a greater mummy
410275 | Zig:9    | Killed a greater mummy
410275 | Zig:9    | Killed a greater mummy
410285 | Zig:9    | Identified the -1 pair of gloves of Twilight {rN+ Dex+3 Stlth+} (You found it on level 9 of a ziggurat)
410310 | Zig:10   | Entered Level 10 of a ziggurat
410373 | Zig:10   | Got a slimy silver ring
410375 | Zig:10   | Identified the ring of the Skies Above {rF+ SInv} (You found it on level 10 of a ziggurat)
410387 | Zig:10   | Identified the cursed +0 pair of boots "Damyne" {rElec Int+4 Stlth+} (You found it on level 10 of a ziggurat)
410420 | Zig:11   | Entered Level 11 of a ziggurat
410508 | Zig:11   | Got a coiled marble ring
410510 | Zig:11   | Identified the ring "Adegrikk" {rPois Int+2} (You found it on level 11 of a ziggurat)
410516 | Zig:11   | Identified the cursed +0 cloak of Patience {rC+ Dex+7} (You found it on level 11 of a ziggurat)
410530 | Zig:11   | Got a translucent wooden ring
410531 | Zig:11   | Identified the ring of Egomania {Dex+4 Stlth-} (You found it on level 11 of a ziggurat)
410550 | Zig:11   | Got a translucent bone ring
410551 | Zig:11   | Identified the ring of Zegiol {+Fly rN+ Str+3 Slay+3 SInv} (You found it on level 11 of a ziggurat)
410555 | Zig:11   | Got a coiled turquoise ring
410556 | Zig:11   | Identified the ring "Ramukh Fime" {Ice rPois MR+ Str+2} (You found it on level 11 of a ziggurat)
410627 | Zig:12   | Entered Level 12 of a ziggurat
410725 | Zig:12   | Got a steaming platinum ring
410727 | Zig:12   | Identified the ring "Gerenume" {*Drain rPois rC+ Dex+3 Stlth+} (You found it on level 12 of a ziggurat)
410754 | Zig:12   | Identified Nyexuh's Catalogue of the Compass and Clay
410847 | Zig:13   | Entered Level 13 of a ziggurat
410895 | Zig:13   | Got a scintillating granite ring
410897 | Zig:13   | Identified the ring of Utan {rPois MR+ Str+4} (You found it on level 13 of a ziggurat)
410905 | Zig:13   | Identified the cursed -4 cloak of Peq Uthre {*Corrode +Inv +Fly rN++} (You found it on level 13 of a ziggurat)
411017 | Zig:14   | Entered Level 14 of a ziggurat
411017 | Zig:14   | Noticed an ancient lich
411017 | Zig:14   | Noticed an ancient lich
411017 | Zig:14   | Noticed an ancient lich
411017 | Zig:14   | Noticed an ancient lich
411017 | Zig:14   | Noticed an ancient lich
411017 | Zig:14   | Noticed an ancient lich
411017 | Zig:14   | Noticed an ancient lich
411017 | Zig:14   | Noticed an ancient lich
411017 | Zig:14   | Noticed an ancient lich
411017 | Zig:14   | Noticed an ancient lich
411017 | Zig:14   | Noticed an ancient lich
411017 | Zig:14   | Noticed an ancient lich
411018 | Zig:14   | Killed an ancient lich
411018 | Zig:14   | Killed an ancient lich
411018 | Zig:14   | Killed an ancient lich
411018 | Zig:14   | Killed an ancient lich
411018 | Zig:14   | Killed an ancient lich
411019 | Zig:14   | Noticed an ancient lich
411019 | Zig:14   | Noticed an ancient lich
411019 | Zig:14   | Killed an ancient lich
411019 | Zig:14   | Killed an ancient lich
411019 | Zig:14   | Killed an ancient lich
411019 | Zig:14   | Killed an ancient lich
411019 | Zig:14   | Killed an ancient lich
411019 | Zig:14   | Killed an ancient lich
411020 | Zig:14   | Noticed an ancient lich
411022 | Zig:14   | Noticed an ancient lich
411022 | Zig:14   | Killed an ancient lich
411023 | Zig:14   | Killed an ancient lich
411023 | Zig:14   | Killed an ancient lich
411024 | Zig:14   | Noticed an ancient lich
411024 | Zig:14   | Noticed an ancient lich
411024 | Zig:14   | Noticed an ancient lich
411024 | Zig:14   | Noticed an ancient lich
411025 | Zig:14   | Noticed an ancient lich
411025 | Zig:14   | Noticed an ancient lich
411025 | Zig:14   | Noticed an ancient lich
411025 | Zig:14   | Noticed an ancient lich
411027 | Zig:14   | Noticed an ancient lich
411027 | Zig:14   | Noticed an ancient lich
411028 | Zig:14   | Killed an ancient lich
411028 | Zig:14   | Killed an ancient lich
411028 | Zig:14   | Killed an ancient lich
411028 | Zig:14   | Killed an ancient lich
411028 | Zig:14   | Killed an ancient lich
411028 | Zig:14   | Killed an ancient lich
411028 | Zig:14   | Killed an ancient lich
411028 | Zig:14   | Killed an ancient lich
411028 | Zig:14   | Killed an ancient lich
411028 | Zig:14   | Killed an ancient lich
411029 | Zig:14   | Noticed an ancient lich
411029 | Zig:14   | Noticed an ancient lich
411032 | Zig:14   | Noticed an ancient lich
411032 | Zig:14   | Killed an ancient lich
411032 | Zig:14   | Killed an ancient lich
411032 | Zig:14   | Killed an ancient lich
411032 | Zig:14   | Killed an ancient lich
411033 | Zig:14   | Noticed an ancient lich
411033 | Zig:14   | Noticed an ancient lich
411033 | Zig:14   | Noticed an ancient lich
411033 | Zig:14   | Killed an ancient lich
411034 | Zig:14   | Noticed an ancient lich
411034 | Zig:14   | Noticed an ancient lich
411035 | Zig:14   | Noticed an ancient lich
411035 | Zig:14   | Noticed an ancient lich
411035 | Zig:14   | Noticed an ancient lich
411036 | Zig:14   | Noticed an ancient lich
411036 | Zig:14   | Noticed an ancient lich
411036 | Zig:14   | Noticed an ancient lich
411036 | Zig:14   | Noticed an ancient lich
411037 | Zig:14   | Noticed an ancient lich
411037 | Zig:14   | Killed an ancient lich
411037 | Zig:14   | Killed an ancient lich
411037 | Zig:14   | Killed an ancient lich
411037 | Zig:14   | Killed an ancient lich
411037 | Zig:14   | Killed an ancient lich
411037 | Zig:14   | Killed an ancient lich
411037 | Zig:14   | Killed an ancient lich
411037 | Zig:14   | Killed an ancient lich
411037 | Zig:14   | Killed an ancient lich
411037 | Zig:14   | Killed an ancient lich
411037 | Zig:14   | Killed an ancient lich
411038 | Zig:14   | Noticed an ancient lich
411038 | Zig:14   | Noticed an ancient lich
411038 | Zig:14   | Noticed an ancient lich
411039 | Zig:14   | Noticed an ancient lich
411039 | Zig:14   | Noticed an ancient lich
411039 | Zig:14   | Killed an ancient lich
411040 | Zig:14   | Noticed an ancient lich
411040 | Zig:14   | Killed an ancient lich
411043 | Zig:14   | Noticed an ancient lich
411043 | Zig:14   | Noticed an ancient lich
411043 | Zig:14   | Killed an ancient lich
411043 | Zig:14   | Killed an ancient lich
411043 | Zig:14   | Killed an ancient lich
411043 | Zig:14   | Killed an ancient lich
411043 | Zig:14   | Killed an ancient lich
411044 | Zig:14   | Noticed an ancient lich
411044 | Zig:14   | Killed an ancient lich
411044 | Zig:14   | Killed an ancient lich
411044 | Zig:14   | Killed an ancient lich
411044 | Zig:14   | Killed an ancient lich
411045 | Zig:14   | Noticed an ancient lich
411045 | Zig:14   | Noticed an ancient lich
411046 | Zig:14   | Noticed an ancient lich
411047 | Zig:14   | Killed an ancient lich
411048 | Zig:14   | Noticed an ancient lich
411052 | Zig:14   | Killed an ancient lich
411052 | Zig:14   | Killed an ancient lich
411054 | Zig:14   | Killed an ancient lich
411170 | Zig:14   | Got a faintly glowing turquoise ring
411171 | Zig:14   | Identified the ring "Kirig" {rPois rN+ Str+4 Slay+3 Stlth-} (You found it on level 14 of a ziggurat)
411182 | Zig:14   | Got a heavily runed lead ring
411184 | Zig:14   | Identified the ring "Xikhloru" {Ice Int+6} (You found it on level 14 of a ziggurat)
411245 | Zig:15   | Entered Level 15 of a ziggurat
411303 | Zig:15   | Identified the +0 pair of gloves "Paavaso" {+Inv} (You found it on level 15 of a ziggurat)
411383 | Zig:15   | Got a bound copper ring
411385 | Zig:15   | Identified the ring "Beseties" {rElec rN++ MR- Str+4 Dex+3} (You found it on level 15 of a ziggurat)
411387 | Zig:15   | Got a scintillating turquoise ring
411389 | Zig:15   | Identified the ring of Niuhuw {rElec rF++ rN+++ Int-4 Stlth+} (You found it on level 15 of a ziggurat)
411556 | Zig:16   | Entered Level 16 of a ziggurat
411720 | Zig:16   | Got a wavering iron ring
411722 | Zig:16   | Identified the ring "Sagofoach" {rN+ MR+ Str-2 Dex+2} (You found it on level 16 of a ziggurat)
411727 | Zig:16   | Identified the +2 pair of boots "Niguwnet" {Str+2 Int+3} (You found it on level 16 of a ziggurat)
411799 | Zig:17   | Entered Level 17 of a ziggurat
411952 | Zig:17   | Got a wavering marble ring
411954 | Zig:17   | Identified the ring "Esatejusaz" {rC+ rN+ Str+3 Int+4 Dex-5} (You found it on level 17 of a ziggurat)
412101 | Zig:18   | Entered Level 18 of a ziggurat
412199 | Zig:18   | Got a bound platinum ring
412201 | Zig:18   | Identified the ring "Miuviv Cio" {rC+ Int+3 Stlth-} (You found it on level 18 of a ziggurat)
412207 | Zig:18   | Got a smoking ivory ring
412208 | Zig:18   | Identified the ring "Moqyroabro" {Wiz rN++ Dex+3} (You found it on level 18 of a ziggurat)
412423 | Zig:18   | Got a transparent bone ring
412424 | Zig:18   | Identified the ring of Hipiff {Int-2 Dex+3 Slay+2 Stlth-} (You found it on level 18 of a ziggurat)
412461 | Zig:18   | Got a flickering garnet amulet
412462 | Zig:18   | Identified the amulet "Juinunoca" {Gourm *Drain rF- rC++ rN+++} (You found it on level 18 of a ziggurat)
412511 | Zig:19   | Entered Level 19 of a ziggurat
412511 | Zig:19   | Noticed a greater mummy
412511 | Zig:19   | Noticed a greater mummy
412511 | Zig:19   | Noticed a greater mummy
412511 | Zig:19   | Noticed a greater mummy
412511 | Zig:19   | Noticed a greater mummy
412511 | Zig:19   | Noticed a greater mummy
412511 | Zig:19   | Noticed a greater mummy
412511 | Zig:19   | Noticed a greater mummy
412511 | Zig:19   | Noticed a greater mummy
412511 | Zig:19   | Noticed a greater mummy
412511 | Zig:19   | Noticed a greater mummy
412511 | Zig:19   | Noticed a greater mummy
412511 | Zig:19   | Noticed a greater mummy
412511 | Zig:19   | Noticed a greater mummy
412511 | Zig:19   | Noticed a greater mummy
412511 | Zig:19   | Noticed a greater mummy
412513 | Zig:19   | Noticed a greater mummy
412513 | Zig:19   | Noticed a greater mummy
412513 | Zig:19   | Noticed a greater mummy
412513 | Zig:19   | Killed a greater mummy
412513 | Zig:19   | Killed a greater mummy
412513 | Zig:19   | Killed a greater mummy
412513 | Zig:19   | Killed a greater mummy
412513 | Zig:19   | Killed a greater mummy
412513 | Zig:19   | Killed a greater mummy
412513 | Zig:19   | Killed a greater mummy
412513 | Zig:19   | Killed a greater mummy
412513 | Zig:19   | Killed a greater mummy
412514 | Zig:19   | Killed a greater mummy
412515 | Zig:19   | Killed a greater mummy
412516 | Zig:19   | Killed a greater mummy
412516 | Zig:19   | Killed a greater mummy
412517 | Zig:19   | Noticed a greater mummy
412517 | Zig:19   | Noticed a greater mummy
412517 | Zig:19   | Killed a greater mummy
412518 | Zig:19   | Noticed a greater mummy
412518 | Zig:19   | Noticed a greater mummy
412518 | Zig:19   | Noticed a greater mummy
412518 | Zig:19   | Noticed a greater mummy
412518 | Zig:19   | Noticed a greater mummy
412518 | Zig:19   | Killed a greater mummy
412518 | Zig:19   | Killed a greater mummy
412518 | Zig:19   | Killed a greater mummy
412519 | Zig:19   | Noticed a greater mummy
412519 | Zig:19   | Noticed a greater mummy
412519 | Zig:19   | Noticed a greater mummy
412519 | Zig:19   | Noticed a greater mummy
412519 | Zig:19   | Killed a greater mummy
412519 | Zig:19   | Killed a greater mummy
412520 | Zig:19   | Noticed a greater mummy
412520 | Zig:19   | Noticed a greater mummy
412520 | Zig:19   | Noticed a greater mummy
412520 | Zig:19   | Noticed a greater mummy
412521 | Zig:19   | Noticed a greater mummy
412521 | Zig:19   | Killed a greater mummy
412521 | Zig:19   | Killed a greater mummy
412521 | Zig:19   | Killed a greater mummy
412522 | Zig:19   | Noticed a greater mummy
412522 | Zig:19   | Killed a greater mummy
412522 | Zig:19   | Killed a greater mummy
412522 | Zig:19   | Killed a greater mummy
412522 | Zig:19   | Killed a greater mummy
412522 | Zig:19   | Killed a greater mummy
412522 | Zig:19   | Killed a greater mummy
412522 | Zig:19   | Killed a greater mummy
412522 | Zig:19   | Killed a greater mummy
412523 | Zig:19   | Noticed a greater mummy
412524 | Zig:19   | Noticed a greater mummy
412524 | Zig:19   | Killed a greater mummy
412525 | Zig:19   | Noticed a greater mummy
412525 | Zig:19   | Killed a greater mummy
412525 | Zig:19   | Killed a greater mummy
412525 | Zig:19   | Killed a greater mummy
412526 | Zig:19   | Noticed a greater mummy
412526 | Zig:19   | Killed a greater mummy
412526 | Zig:19   | Killed a greater mummy
412527 | Zig:19   | Noticed a greater mummy
412527 | Zig:19   | Noticed a greater mummy
412527 | Zig:19   | Killed a greater mummy
412528 | Zig:19   | Noticed a greater mummy
412528 | Zig:19   | Noticed a greater mummy
412528 | Zig:19   | Noticed a greater mummy
412528 | Zig:19   | Noticed a greater mummy
412528 | Zig:19   | Noticed a greater mummy
412530 | Zig:19   | Killed a greater mummy
412530 | Zig:19   | Killed a greater mummy
412530 | Zig:19   | Killed a greater mummy
412531 | Zig:19   | Noticed a greater mummy
412531 | Zig:19   | Killed a greater mummy
412531 | Zig:19   | Killed a greater mummy
412532 | Zig:19   | Killed a greater mummy
412532 | Zig:19   | Killed a greater mummy
412532 | Zig:19   | Killed a greater mummy
412532 | Zig:19   | Killed a greater mummy
412533 | Zig:19   | Noticed a greater mummy
412533 | Zig:19   | Noticed a greater mummy
412533 | Zig:19   | Killed a greater mummy
412534 | Zig:19   | Noticed a greater mummy
412534 | Zig:19   | Noticed a greater mummy
412534 | Zig:19   | Noticed a greater mummy
412535 | Zig:19   | Killed a greater mummy
412536 | Zig:19   | Noticed a greater mummy
412536 | Zig:19   | Noticed a greater mummy
412536 | Zig:19   | Noticed a greater mummy
412536 | Zig:19   | Noticed a greater mummy
412536 | Zig:19   | Noticed a greater mummy
412537 | Zig:19   | Noticed a greater mummy
412537 | Zig:19   | Noticed a greater mummy
412537 | Zig:19   | Noticed a greater mummy
412537 | Zig:19   | Noticed a greater mummy
412537 | Zig:19   | Noticed a greater mummy
412538 | Zig:19   | Noticed a greater mummy
412539 | Zig:19   | Noticed a greater mummy
412539 | Zig:19   | Noticed a greater mummy
412539 | Zig:19   | Killed a greater mummy
412539 | Zig:19   | Killed a greater mummy
412539 | Zig:19   | Killed a greater mummy
412539 | Zig:19   | Killed a greater mummy
412539 | Zig:19   | Killed a greater mummy
412541 | Zig:19   | Killed a greater mummy
412542 | Zig:19   | Noticed a greater mummy
412542 | Zig:19   | Killed a greater mummy
412542 | Zig:19   | Killed a greater mummy
412542 | Zig:19   | Killed a greater mummy
412542 | Zig:19   | Killed a greater mummy
412542 | Zig:19   | Killed a greater mummy
412542 | Zig:19   | Killed a greater mummy
412542 | Zig:19   | Killed a greater mummy
412542 | Zig:19   | Killed a greater mummy
412542 | Zig:19   | Killed a greater mummy
412543 | Zig:19   | Noticed a greater mummy
412543 | Zig:19   | Killed a greater mummy
412543 | Zig:19   | Killed a greater mummy
412544 | Zig:19   | Noticed a greater mummy
412544 | Zig:19   | Noticed a greater mummy
412544 | Zig:19   | Noticed a greater mummy
412544 | Zig:19   | Noticed a greater mummy
412544 | Zig:19   | Killed a greater mummy
412544 | Zig:19   | Killed a greater mummy
412545 | Zig:19   | Noticed a greater mummy
412545 | Zig:19   | Noticed a greater mummy
412546 | Zig:19   | Noticed a greater mummy
412546 | Zig:19   | Noticed a greater mummy
412547 | Zig:19   | Noticed a greater mummy
412548 | Zig:19   | Killed a greater mummy
412548 | Zig:19   | Killed a greater mummy
412549 | Zig:19   | Noticed a greater mummy
412549 | Zig:19   | Noticed a greater mummy
412549 | Zig:19   | Noticed a greater mummy
412550 | Zig:19   | Killed a greater mummy
412550 | Zig:19   | Killed a greater mummy
412551 | Zig:19   | Noticed a greater mummy
412551 | Zig:19   | Killed a greater mummy
412551 | Zig:19   | Killed a greater mummy
412551 | Zig:19   | Killed a greater mummy
412552 | Zig:19   | Noticed a greater mummy
412552 | Zig:19   | Noticed a greater mummy
412552 | Zig:19   | Noticed a greater mummy
412552 | Zig:19   | Noticed a greater mummy
412552 | Zig:19   | Killed a greater mummy
412552 | Zig:19   | Killed a greater mummy
412553 | Zig:19   | Killed a greater mummy
412553 | Zig:19   | Killed a greater mummy
412553 | Zig:19   | Killed a greater mummy
412556 | Zig:19   | Killed a greater mummy
412556 | Zig:19   | Killed a greater mummy
412556 | Zig:19   | Killed a greater mummy
412556 | Zig:19   | Killed a greater mummy
412556 | Zig:19   | Killed a greater mummy
412557 | Zig:19   | Killed a greater mummy
412570 | Zig:19   | Got a coiled bone amulet
412571 | Zig:19   | Identified the amulet of Insomnia {RegenMP rC- rN++ MR+++ SInv} (You found it on level 19 of a ziggurat)
412606 | Zig:19   | Got a heavily runed granite ring
412608 | Zig:19   | Identified the ring "Liurgho" {rN+ MR+ Dex+4 Slay+3} (You found it on level 19 of a ziggurat)
412614 | Zig:19   | Identified the Reference Book on Destructive Changing
412693 | Zig:20   | Entered Level 20 of a ziggurat
412693 | Zig:20   | Noticed Cyt Pibaegre the pandemonium lord
412693 | Zig:20   | Noticed Fairph the pandemonium lord
412693 | Zig:20   | Noticed Huczah the pandemonium lord
412693 | Zig:20   | Noticed Didofoxt the pandemonium lord
412693 | Zig:20   | Noticed Vuloz the pandemonium lord
412693 | Zig:20   | Noticed Irragyq the pandemonium lord
412693 | Zig:20   | Noticed Vuvuogh the pandemonium lord
412693 | Zig:20   | Noticed Ropiw the pandemonium lord
412693 | Zig:20   | Noticed Lyason the pandemonium lord
412693 | Zig:20   | Noticed Yvanops the pandemonium lord
412693 | Zig:20   | Noticed Guokuh the pandemonium lord
412693 | Zig:20   | Noticed Fowethut the pandemonium lord
412693 | Zig:20   | Noticed Ybanieq the pandemonium lord
412693 | Zig:20   | Noticed Sottetsonacs the pandemonium lord
412693 | Zig:20   | Noticed Monaarag the pandemonium lord
412693 | Zig:20   | Noticed Nanoiwnapomm the pandemonium lord
412693 | Zig:20   | Noticed Jon Kaqe the pandemonium lord
412693 | Zig:20   | Noticed Gaschoff the pandemonium lord
412693 | Zig:20   | Noticed Bamenkuq the pandemonium lord
412693 | Zig:20   | Noticed Orotzap the pandemonium lord
412693 | Zig:20   | Noticed Reet the pandemonium lord
412693 | Zig:20   | Noticed Fitikeups the pandemonium lord
412693 | Zig:20   | Noticed Vitograh the pandemonium lord
412693 | Zig:20   | Noticed Loucyran the pandemonium lord
412693 | Zig:20   | Noticed Ejudd the pandemonium lord
412693 | Zig:20   | Noticed Icsira the pandemonium lord
412693 | Zig:20   | Noticed Pono the pandemonium lord
412693 | Zig:20   | Noticed Giesetoa the pandemonium lord
412693 | Zig:20   | Noticed Hecri Ucli the pandemonium lord
412693 | Zig:20   | Noticed Gunas the pandemonium lord
412693 | Zig:20   | Noticed Nenoik the pandemonium lord
412693 | Zig:20   | Noticed Gobyvug the pandemonium lord
412693 | Zig:20   | Noticed Cusm the pandemonium lord
412695 | Zig:20   | Noticed Daohax the pandemonium lord
412695 | Zig:20   | Noticed Muzxiesm the pandemonium lord
412695 | Zig:20   | Noticed Ryafe the pandemonium lord
412695 | Zig:20   | Noticed Yxzem the pandemonium lord
412696 | Zig:20   | Noticed Surifaim the pandemonium lord
412697 | Zig:20   | Noticed Caeris the pandemonium lord
412698 | Zig:20   | Killed Sottetsonacs the pandemonium lord
412700 | Zig:20   | Noticed Atunusk the pandemonium lord
412700 | Zig:20   | Killed Ybanieq the pandemonium lord
412700 | Zig:20   | Killed Giesetoa the pandemonium lord
412701 | Zig:20   | Noticed Mifeh the pandemonium lord
412701 | Zig:20   | Killed Yvanops the pandemonium lord
412702 | Zig:20   | Noticed Moph the pandemonium lord
412702 | Zig:20   | Noticed Keshraust the pandemonium lord
412703 | Zig:20   | Noticed Zeqon the pandemonium lord
412703 | Zig:20   | Noticed Ciko the pandemonium lord
412705 | Zig:20   | Noticed Waobb the pandemonium lord
412705 | Zig:20   | Killed Cusm the pandemonium lord
412708 | Zig:20   | Noticed Ruysod the pandemonium lord
412708 | Zig:20   | Noticed Uneemaki the pandemonium lord
412709 | Zig:20   | Killed Gobyvug the pandemonium lord
412709 | Zig:20   | Killed Gaschoff the pandemonium lord
412709 | Zig:20   | Killed Nenoik the pandemonium lord
412709 | Zig:20   | Killed Mifeh the pandemonium lord
412709 | Zig:20   | Killed Ejudd the pandemonium lord
412709 | Zig:20   | Killed Fitikeups the pandemonium lord
412710 | Zig:20   | Noticed Seonk the pandemonium lord
412710 | Zig:20   | Noticed Giepn the pandemonium lord
412711 | Zig:20   | Noticed Xaleus the pandemonium lord
412711 | Zig:20   | Noticed Jinurywk the pandemonium lord
412713 | Zig:20   | Noticed Wakh the pandemonium lord
412713 | Zig:20   | Noticed Ulergh the pandemonium lord
412713 | Zig:20   | Noticed Kuufesucw the pandemonium lord
412713 | Zig:20   | Cast into level 5 of the Abyss (Surifaim)
412713 | Abyss:5  | Entered Level 5 of the Abyss
412823 | Zig:20   | Escaped the Abyss
412823 | Zig:20   | Noticed Nealat the pandemonium lord
412824 | Zig:20   | Noticed Pogy the pandemonium lord
412825 | Zig:20   | Killed Ydooc the pandemonium lord
412826 | Zig:20   | Killed Zeqon the pandemonium lord
412826 | Zig:20   | Killed Muzxiesm the pandemonium lord
412826 | Zig:20   | Killed Pogy the pandemonium lord
412826 | Zig:20   | Killed Vitograh the pandemonium lord
412826 | Zig:20   | Killed Xaleus the pandemonium lord
412826 | Zig:20   | Killed Loucyran the pandemonium lord
412826 | Zig:20   | Killed Nanoiwnapomm the pandemonium lord
412827 | Zig:20   | Noticed Xesune the pandemonium lord
412827 | Zig:20   | Noticed Huimaism the pandemonium lord
412828 | Zig:20   | Noticed Ryidoyh the pandemonium lord
412828 | Zig:20   | Noticed Busheopn the pandemonium lord
412828 | Zig:20   | Noticed Qoatwasa the pandemonium lord
412828 | Zig:20   | Noticed Bis Vapn the pandemonium lord
412828 | Zig:20   | Noticed Viurchitt the pandemonium lord
412828 | Zig:20   | Noticed Lugun the pandemonium lord
412828 | Zig:20   | Noticed Ymelex the pandemonium lord
412828 | Zig:20   | Noticed Esessen the pandemonium lord
412828 | Zig:20   | Noticed Foudaz the pandemonium lord
412828 | Zig:20   | Noticed Qoisuset the pandemonium lord
412828 | Zig:20   | Noticed Vyav Hac the pandemonium lord
412828 | Zig:20   | Noticed Xox Doppung the pandemonium lord
412828 | Zig:20   | Noticed Goek Horr the pandemonium lord
412828 | Zig:20   | Noticed Moblyaf the pandemonium lord
412828 | Zig:20   | Noticed Faimyth the pandemonium lord
412828 | Zig:20   | Noticed Tosubawn the pandemonium lord
412828 | Zig:20   | Noticed Noerim the pandemonium lord
412828 | Zig:20   | Noticed Itiesy the pandemonium lord
412828 | Zig:20   | Noticed Avow the pandemonium lord
412828 | Zig:20   | Noticed Ujiobep the pandemonium lord
412828 | Zig:20   | Noticed Peruc the pandemonium lord
412828 | Zig:20   | Noticed Fyimeopukk the pandemonium lord
412828 | Zig:20   | Noticed Enura the pandemonium lord
412828 | Zig:20   | Noticed Qosang the pandemonium lord
412828 | Zig:20   | Noticed Jekif the pandemonium lord
412828 | Zig:20   | Noticed Eczirrev the pandemonium lord
412828 | Zig:20   | Noticed Kiliqasu the pandemonium lord
412828 | Zig:20   | Noticed Oschaitto the pandemonium lord
412828 | Zig:20   | Noticed Zuren the pandemonium lord
412828 | Zig:20   | Noticed Qitz the pandemonium lord
412828 | Zig:20   | Noticed Dusaev Rups the pandemonium lord
412828 | Zig:20   | Noticed Ehoevvop the pandemonium lord
412828 | Zig:20   | Noticed Mocruerr the pandemonium lord
412828 | Zig:20   | Noticed Iczax the pandemonium lord
412828 | Zig:20   | Noticed Pesuski the pandemonium lord
412828 | Zig:20   | Noticed Filour the pandemonium lord
412828 | Zig:20   | Noticed Leam the pandemonium lord
412828 | Zig:20   | Noticed Yfir the pandemonium lord
412828 | Zig:20   | Noticed Weunaeco the pandemonium lord
412828 | Zig:20   | Noticed Yppegol the pandemonium lord
412828 | Zig:20   | Noticed Cuikaits the pandemonium lord
412828 | Zig:20   | Noticed Cineoch the pandemonium lord
412828 | Zig:20   | Noticed Zukot the pandemonium lord
412828 | Zig:20   | Noticed Zimma the pandemonium lord
412828 | Zig:20   | Noticed Girejit the pandemonium lord
412828 | Zig:20   | Noticed Mieruusch the pandemonium lord
412828 | Zig:20   | Noticed Gaji the pandemonium lord
412828 | Zig:20   | Noticed Mafimnua the pandemonium lord
412828 | Zig:20   | Noticed Koipagem the pandemonium lord
412828 | Zig:20   | Noticed Sivah the pandemonium lord
412828 | Zig:20   | Noticed Vuentou the pandemonium lord
412828 | Zig:20   | Noticed Ditorem the pandemonium lord
412828 | Zig:20   | Noticed Ekogog the pandemonium lord
412828 | Zig:20   | Noticed Tump the pandemonium lord
412828 | Zig:20   | Noticed Jyel the pandemonium lord
412828 | Zig:20   | Noticed Usebbegg the pandemonium lord
412828 | Zig:20   | Noticed Ymuczel the pandemonium lord
412828 | Zig:20   | Noticed Nuffizaa the pandemonium lord
412828 | Zig:20   | Noticed Caist the pandemonium lord
412828 | Zig:20   | Noticed Zopufoll the pandemonium lord
412829 | Zig:20   | Noticed Fionireo the pandemonium lord
412829 | Zig:20   | Noticed Zacladi the pandemonium lord
412830 | Zig:20   | Noticed Sashrydesti the pandemonium lord
412830 | Zig:20   | Noticed Banil the pandemonium lord
412830 | Zig:20   | Killed Kuufesucw the pandemonium lord
412830 | Zig:20   | Killed Yxzem the pandemonium lord
412830 | Zig:20   | Killed Moph the pandemonium lord
412830 | Zig:20   | Killed Fairph the pandemonium lord
412831 | Zig:20   | Killed Monaarag the pandemonium lord
412832 | Zig:20   | Noticed Ydaunwuk the pandemonium lord
412832 | Zig:20   | Killed Waobb the pandemonium lord
412832 | Zig:20   | Killed Giepn the pandemonium lord
412832 | Zig:20   | Killed Huczah the pandemonium lord
412832 | Zig:20   | Killed Ruysod the pandemonium lord
412832 | Zig:20   | Killed Guokuh the pandemonium lord
412832 | Zig:20   | Killed Wakh the pandemonium lord
412832 | Zig:20   | Killed Ropiw the pandemonium lord
412832 | Zig:20   | Killed Uneemaki the pandemonium lord
412832 | Zig:20   | Killed Nuffizaa the pandemonium lord
412832 | Zig:20   | Killed Jinurywk the pandemonium lord
412832 | Zig:20   | Paralysed by Ulergh for 7 turns
412833 | Zig:20   | Killed Weunaeco the pandemonium lord
412833 | Zig:20   | Killed Zopufoll the pandemonium lord
412833 | Zig:20   | Killed Vuvuogh the pandemonium lord
412834 | Zig:20   | Noticed Fyeqej the pandemonium lord
412834 | Zig:20   | Killed Surifaim the pandemonium lord
412834 | Zig:20   | Killed Hecri Ucli the pandemonium lord
412834 | Zig:20   | Killed Ryafe the pandemonium lord
412834 | Zig:20   | Killed Seonk the pandemonium lord
412834 | Zig:20   | Killed Leam the pandemonium lord
412835 | Zig:20   | Noticed Ytexibb the pandemonium lord
412835 | Zig:20   | Noticed Rattanac the pandemonium lord
412835 | Zig:20   | Noticed Roulul the pandemonium lord
412835 | Zig:20   | Noticed Attolug the pandemonium lord
412835 | Zig:20   | Noticed Fuqiffal the pandemonium lord
412835 | Zig:20   | Killed Dusaev Rups the pandemonium lord
412835 | Zig:20   | Killed Girejit the pandemonium lord
412835 | Zig:20   | Killed Daohax the pandemonium lord
412836 | Zig:20   | Noticed Diufarch the pandemonium lord
412838 | Zig:20   | Noticed Bebumoh the pandemonium lord
412839 | Zig:20   | Noticed Tigygam the pandemonium lord
412840 | Zig:20   | Noticed Yrphudde the pandemonium lord
412840 | Zig:20   | Noticed Jeiloe the pandemonium lord
412841 | Zig:20   | Killed Didofoxt the pandemonium lord
412842 | Zig:20   | Noticed Joaruqo the pandemonium lord
412842 | Zig:20   | Killed Sivah the pandemonium lord
412842 | Zig:20   | Killed Sashrydesti the pandemonium lord
412842 | Zig:20   | Killed Gunas the pandemonium lord
412842 | Zig:20   | Killed Faimyth the pandemonium lord
412844 | Zig:20   | Noticed Kapucinn the pandemonium lord
412844 | Zig:20   | Noticed Loot the pandemonium lord
412844 | Zig:20   | Killed Fuqiffal the pandemonium lord
412844 | Zig:20   | Killed Esessen the pandemonium lord
412845 | Zig:20   | Noticed Kicowoi the pandemonium lord
412848 | Zig:20   | Killed Pesuski the pandemonium lord
412849 | Zig:20   | Noticed Tugg the pandemonium lord
412850 | Zig:20   | Killed Diufarch the pandemonium lord
412850 | Zig:20   | Killed Fionireo the pandemonium lord
412851 | Zig:20   | Noticed Lupiophi the pandemonium lord
412852 | Zig:20   | Killed Fyeqej the pandemonium lord
412853 | Zig:20   | Noticed Jaof the pandemonium lord
412853 | Zig:20   | Killed Roulul the pandemonium lord
412853 | Zig:20   | Noticed Irisei the pandemonium lord
412853 | Zig:20   | Noticed Pamec the pandemonium lord
412853 | Zig:20   | Noticed Imia the pandemonium lord
412853 | Zig:20   | Noticed Ifipes the pandemonium lord
412853 | Zig:20   | Noticed Zuuhaesm the pandemonium lord
412853 | Zig:20   | Noticed Zitab the pandemonium lord
412854 | Zig:20   | Noticed Masesmo the pandemonium lord
412854 | Zig:20   | Noticed Daissur the pandemonium lord
412854 | Zig:20   | Noticed Adoceal the pandemonium lord
412854 | Zig:20   | Noticed Fiutiz the pandemonium lord
412854 | Zig:20   | Noticed Yriatas the pandemonium lord
412854 | Zig:20   | Noticed Eceeq the pandemonium lord
412854 | Zig:20   | Noticed Welih the pandemonium lord
412854 | Zig:20   | Noticed Xose the pandemonium lord
412854 | Zig:20   | Noticed Qikuugh the pandemonium lord
412854 | Zig:20   | Noticed Zaobayta the pandemonium lord
412854 | Zig:20   | Noticed Ystu Qosk the pandemonium lord
412854 | Zig:20   | Noticed Jacocha the pandemonium lord
412854 | Zig:20   | Noticed Koqawout the pandemonium lord
412854 | Zig:20   | Noticed Wibboim the pandemonium lord
412854 | Zig:20   | Noticed Xyntegega the pandemonium lord
412854 | Zig:20   | Noticed Xojuusha the pandemonium lord
412854 | Zig:20   | Noticed Wyug the pandemonium lord
412854 | Zig:20   | Noticed Afer the pandemonium lord
412858 | Zig:20   | Killed Ystu Qosk the pandemonium lord
412860 | Zig:20   | Killed Eceeq the pandemonium lord
412862 | Zig:20   | Killed Zaobayta the pandemonium lord
412863 | Zig:20   | Killed Irisei the pandemonium lord
412864 | Zig:20   | Killed Zitab the pandemonium lord
412865 | Zig:20   | Noticed Juunumm the pandemonium lord
412865 | Zig:20   | Noticed Guinag the pandemonium lord
412865 | Zig:20   | Noticed Rueng the pandemonium lord
412865 | Zig:20   | Noticed Irisah the pandemonium lord
412865 | Zig:20   | Noticed Eppawn the pandemonium lord
412865 | Zig:20   | Noticed Meopewi the pandemonium lord
412865 | Zig:20   | Noticed Gonerpheb the pandemonium lord
412865 | Zig:20   | Noticed Iddics the pandemonium lord
412865 | Zig:20   | Noticed Webrej the pandemonium lord
412865 | Zig:20   | Noticed Tajupat the pandemonium lord
412865 | Zig:20   | Noticed Hytwek the pandemonium lord
412865 | Zig:20   | Noticed Sorak the pandemonium lord
412865 | Zig:20   | Noticed Ciufypp the pandemonium lord
412865 | Zig:20   | Noticed Diekk the pandemonium lord
412865 | Zig:20   | Noticed Vameeth the pandemonium lord
412865 | Zig:20   | Noticed Arro the pandemonium lord
412865 | Zig:20   | Noticed Joago the pandemonium lord
412865 | Zig:20   | Noticed Rorr the pandemonium lord
412865 | Zig:20   | Noticed Joguyc the pandemonium lord
412865 | Zig:20   | Noticed Riaps the pandemonium lord
412865 | Zig:20   | Noticed Dorchun the pandemonium lord
412867 | Zig:20   | Killed Zuuhaesm the pandemonium lord
412867 | Zig:20   | Killed Welih the pandemonium lord
412867 | Zig:20   | Killed Ifipes the pandemonium lord
412869 | Zig:20   | Killed Masesmo the pandemonium lord
412869 | Zig:20   | Killed Juunumm the pandemonium lord
412869 | Zig:20   | Killed Meopewi the pandemonium lord
412871 | Zig:20   | Noticed Edazel the pandemonium lord
412871 | Zig:20   | Killed Imia the pandemonium lord
412871 | Zig:20   | Killed Joguyc the pandemonium lord
412871 | Zig:20   | Killed Jacocha the pandemonium lord
412874 | Zig:20   | Noticed Wiebyah the pandemonium lord
412874 | Zig:20   | Killed Hytwek the pandemonium lord
412876 | Zig:20   | Killed Eppawn the pandemonium lord
412877 | Zig:20   | Killed Wyug the pandemonium lord
412882 | Zig:20   | Noticed Carghyag the pandemonium lord
412882 | Zig:20   | Killed Yriatas the pandemonium lord
412883 | Zig:20   | Killed Diekk the pandemonium lord
412885 | Zig:20   | Cast into level 4 of the Abyss (Guinag)
412935 | Zig:20   | Escaped the Abyss
412935 | Zig:20   | Noticed Jumih the pandemonium lord
412936 | Zig:20   | Noticed Jeet the pandemonium lord
412936 | Zig:20   | Noticed Ahozeros the pandemonium lord
412937 | Zig:20   | Noticed Eramiopn the pandemonium lord
412937 | Zig:20   | Killed Arro the pandemonium lord
412937 | Zig:20   | Killed Xyntegega the pandemonium lord
412938 | Zig:20   | Noticed Qeixar the pandemonium lord
412938 | Zig:20   | Noticed Loifou the pandemonium lord
412938 | Zig:20   | Killed Vameeth the pandemonium lord
412938 | Zig:20   | Killed Daissur the pandemonium lord
412939 | Zig:20   | Killed Bis Vapn the pandemonium lord
412939 | Zig:20   | Killed Eramiopn the pandemonium lord
412939 | Zig:20   | Killed Gonerpheb the pandemonium lord
412940 | Zig:20   | Noticed Geff the pandemonium lord
412940 | Zig:20   | Noticed Jeclaa the pandemonium lord
412940 | Zig:20   | Killed Koqawout the pandemonium lord
412940 | Zig:20   | Killed Ahozeros the pandemonium lord
412940 | Zig:20   | Killed Ciufypp the pandemonium lord
412941 | Zig:20   | Noticed Vuckov the pandemonium lord
412941 | Zig:20   | Killed Qikuugh the pandemonium lord
412941 | Zig:20   | Killed Vuckov the pandemonium lord
412941 | Zig:20   | Killed Xose the pandemonium lord
412942 | Zig:20   | Noticed Seno the pandemonium lord
412942 | Zig:20   | Noticed Raewk the pandemonium lord
412942 | Zig:20   | Noticed Qovont the pandemonium lord
412942 | Zig:20   | Noticed Paeh Heo the pandemonium lord
412942 | Zig:20   | Killed Sorak the pandemonium lord
412942 | Zig:20   | Killed Joago the pandemonium lord
412942 | Zig:20   | Killed Loifou the pandemonium lord
412942 | Zig:20   | Killed Wibboim the pandemonium lord
412943 | Zig:20   | Noticed Timoguxu the pandemonium lord
412943 | Zig:20   | Noticed Buuhip the pandemonium lord
412943 | Zig:20   | Noticed Etubeyracy the pandemonium lord
412943 | Zig:20   | Noticed Nauplagago the pandemonium lord
412944 | Zig:20   | Noticed Xeapypag the pandemonium lord
412944 | Zig:20   | Noticed Fyril the pandemonium lord
412944 | Zig:20   | Noticed Pextoh the pandemonium lord
412944 | Zig:20   | Killed Jumih the pandemonium lord
412944 | Zig:20   | Killed Qovont the pandemonium lord
412944 | Zig:20   | Killed Geff the pandemonium lord
412944 | Zig:20   | Killed Timoguxu the pandemonium lord
412944 | Zig:20   | Killed Icsira the pandemonium lord
412944 | Zig:20   | Killed Seno the pandemonium lord
412944 | Zig:20   | Killed Edazel the pandemonium lord
412944 | Zig:20   | Killed Qeixar the pandemonium lord
412944 | Zig:20   | Killed Riaps the pandemonium lord
412944 | Zig:20   | Killed Tajupat the pandemonium lord
412944 | Zig:20   | Killed Selis the pandemonium lord
412945 | Zig:20   | Noticed Ruygrass the pandemonium lord
412945 | Zig:20   | Noticed Riulitoc the pandemonium lord
412946 | Zig:20   | Noticed Nici the pandemonium lord
412946 | Zig:20   | Noticed Falis the pandemonium lord
412947 | Zig:20   | Noticed Cikeakh the pandemonium lord
412947 | Zig:20   | Noticed Vonn the pandemonium lord
412947 | Zig:20   | Noticed Jettetol the pandemonium lord
412949 | Zig:20   | Killed Pextoh the pandemonium lord
412949 | Zig:20   | Killed Nici the pandemonium lord
412949 | Zig:20   | Killed Raewk the pandemonium lord
412950 | Zig:20   | Killed Riulitoc the pandemonium lord
412951 | Zig:20   | Killed Jettetol the pandemonium lord
412951 | Zig:20   | Killed Carghyag the pandemonium lord
412951 | Zig:20   | Killed Ulergh the pandemonium lord
412951 | Zig:20   | Killed Nauplagago the pandemonium lord
412951 | Zig:20   | Killed Iddics the pandemonium lord
412952 | Zig:20   | Noticed Zong the pandemonium lord
412953 | Zig:20   | Noticed Abat the pandemonium lord
412954 | Zig:20   | Killed Kapucinn the pandemonium lord
412955 | Zig:20   | Noticed Jikefusa the pandemonium lord
412955 | Zig:20   | Killed Orotzap the pandemonium lord
412957 | Zig:20   | Killed Fyril the pandemonium lord
412959 | Zig:20   | Killed Jeet the pandemonium lord
412960 | Zig:20   | Noticed Zamaorch the pandemonium lord
412960 | Zig:20   | Killed Vonn the pandemonium lord
412960 | Zig:20   | Killed Ujiobep the pandemonium lord
412960 | Zig:20   | Killed Rorr the pandemonium lord
412961 | Zig:20   | Noticed Laimomat the pandemonium lord
412962 | Zig:20   | Noticed Cutsuel the pandemonium lord
412962 | Zig:20   | Killed Jeclaa the pandemonium lord
412963 | Zig:20   | Noticed Fimoll the pandemonium lord
412965 | Zig:20   | Noticed Kedeizae the pandemonium lord
412965 | Zig:20   | Noticed Ribrial the pandemonium lord
412965 | Zig:20   | Noticed Hulaonaa the pandemonium lord
412965 | Zig:20   | Killed Cikeakh the pandemonium lord
412965 | Zig:20   | Killed Zamaorch the pandemonium lord
412965 | Zig:20   | Killed Fyimeopukk the pandemonium lord
412965 | Zig:20   | Killed Ydaunwuk the pandemonium lord
412965 | Zig:20   | Killed Fiutiz the pandemonium lord
412965 | Zig:20   | Killed Afer the pandemonium lord
412965 | Zig:20   | Killed Guinag the pandemonium lord
412965 | Zig:20   | Killed Etubeyracy the pandemonium lord
412966 | Zig:20   | Killed Zacladi the pandemonium lord
412966 | Zig:20   | Killed Jikefusa the pandemonium lord
412966 | Zig:20   | Killed Ribrial the pandemonium lord
412966 | Zig:20   | Killed Usebbegg the pandemonium lord
412966 | Zig:20   | Killed Fowethut the pandemonium lord
412966 | Zig:20   | Noticed Cell the pandemonium lord
412970 | Zig:20   | Killed Kedeizae the pandemonium lord
412970 | Zig:20   | Killed Adoceal the pandemonium lord
412970 | Zig:20   | Killed Rueng the pandemonium lord
412972 | Zig:20   | Killed Paeh Heo the pandemonium lord
412972 | Zig:20   | Killed Ymelex the pandemonium lord
412972 | Zig:20   | Killed Xojuusha the pandemonium lord
412972 | Zig:20   | Killed Buuhip the pandemonium lord
412972 | Zig:20   | Killed Busheopn the pandemonium lord
412972 | Zig:20   | Killed Ytexibb the pandemonium lord
412972 | Zig:20   | Killed Rattanac the pandemonium lord
412973 | Zig:20   | Noticed Vetur the pandemonium lord
412973 | Zig:20   | Noticed Riri Mai the pandemonium lord
412975 | Zig:20   | Noticed Gigis the pandemonium lord
412975 | Zig:20   | Noticed Belaetef the pandemonium lord
412976 | Zig:20   | Noticed Qimeim the pandemonium lord
412976 | Zig:20   | Killed Falis the pandemonium lord
412976 | Zig:20   | Killed Fimoll the pandemonium lord
412976 | Zig:20   | Killed Xeapypag the pandemonium lord
412976 | Zig:20   | Killed Tugg the pandemonium lord
412976 | Zig:20   | Killed Abat the pandemonium lord
412976 | Zig:20   | Killed Wiebyah the pandemonium lord
412977 | Zig:20   | Killed Zong the pandemonium lord
412977 | Zig:20   | Killed Riri Mai the pandemonium lord
412977 | Zig:20   | Killed Qoisuset the pandemonium lord
412977 | Zig:20   | Killed Qimeim the pandemonium lord
412977 | Zig:20   | Killed Vejeu the pandemonium lord
412977 | Zig:20   | Killed Lupiophi the pandemonium lord
412977 | Zig:20   | Killed Moblyaf the pandemonium lord
412977 | Zig:20   | Killed Ochinex the pandemonium lord
412977 | Zig:20   | Killed Xox Doppung the pandemonium lord
412977 | Zig:20   | Killed Wead the pandemonium lord
412978 | Zig:20   | Killed Gaji the pandemonium lord
412978 | Zig:20   | Killed Laimomat the pandemonium lord
412979 | Zig:20   | Killed Hulaonaa the pandemonium lord
412979 | Zig:20   | Killed Ditorem the pandemonium lord
412979 | Zig:20   | Killed Vetur the pandemonium lord
412979 | Zig:20   | Killed Foluj the pandemonium lord
412979 | Zig:20   | Killed Attolug the pandemonium lord
412979 | Zig:20   | Killed Belaetef the pandemonium lord
412979 | Zig:20   | Killed Mafimnua the pandemonium lord
412981 | Zig:20   | Noticed Lehaom the pandemonium lord
412982 | Zig:20   | Noticed Leho the pandemonium lord
412982 | Zig:20   | Killed Lugun the pandemonium lord
412982 | Zig:20   | Killed Webrej the pandemonium lord
412982 | Zig:20   | Killed Oschaitto the pandemonium lord
412984 | Zig:20   | Noticed Haotenwong the pandemonium lord
412985 | Zig:20   | Noticed Tieqoci the pandemonium lord
412985 | Zig:20   | Noticed a juggernaut
412986 | Zig:20   | Noticed Pyno the pandemonium lord
412986 | Zig:20   | Noticed Iroiw the pandemonium lord
412986 | Zig:20   | Killed Leho the pandemonium lord
412987 | Zig:20   | Killed Ryidoyh the pandemonium lord
412988 | Zig:20   | Noticed Ajube the pandemonium lord
412989 | Zig:20   | Noticed Caukiklo the pandemonium lord
412989 | Zig:20   | Killed Gigis the pandemonium lord
412991 | Zig:20   | Noticed Pouki the pandemonium lord
412991 | Zig:20   | Killed Kiliqasu the pandemonium lord
412991 | Zig:20   | Killed Haotenwong the pandemonium lord
412992 | Zig:20   | Killed Itiesy the pandemonium lord
412992 | Zig:20   | Killed Jekif the pandemonium lord
412992 | Zig:20   | Killed Keshraust the pandemonium lord
412992 | Zig:20   | Killed Lehaom the pandemonium lord
412993 | Zig:20   | Killed Caeris the pandemonium lord
412993 | Zig:20   | Killed Foudaz the pandemonium lord
412993 | Zig:20   | Killed Ekogog the pandemonium lord
412993 | Zig:20   | Killed Tosubawn the pandemonium lord
412997 | Zig:20   | Noticed Itiemm the pandemonium lord
412998 | Zig:20   | Noticed Renonara the pandemonium lord
412998 | Zig:20   | Killed Tigygam the pandemonium lord
413001 | Zig:20   | Noticed Gesaw the pandemonium lord
413001 | Zig:20   | Killed Pouki the pandemonium lord
413002 | Zig:20   | Noticed Waniyq the pandemonium lord
413002 | Zig:20   | Noticed Dirafemp the pandemonium lord
413002 | Zig:20   | Noticed Tery the pandemonium lord
413002 | Zig:20   | Noticed Jimoh the pandemonium lord
413002 | Zig:20   | Noticed Keimacs the pandemonium lord
413002 | Zig:20   | Noticed Tiqir Toa the pandemonium lord
413002 | Zig:20   | Killed Ciko the pandemonium lord
413003 | Zig:20   | Noticed Cer Jeut the pandemonium lord
413004 | Zig:20   | Killed Bamenkuq the pandemonium lord
413004 | Zig:20   | Killed Jeiloe the pandemonium lord
413005 | Zig:20   | Killed Noerim the pandemonium lord
413005 | Zig:20   | Killed Tieqoci the pandemonium lord
413005 | Zig:20   | Killed Vuloz the pandemonium lord
413008 | Zig:20   | Killed Reet the pandemonium lord
413008 | Zig:20   | Killed Renonara the pandemonium lord
413009 | Zig:20   | Killed Banil the pandemonium lord
413009 | Zig:20   | Killed Viurchitt the pandemonium lord
413010 | Zig:20   | Killed Jon Kaqe the pandemonium lord
413011 | Zig:20   | Killed Jaof the pandemonium lord
413011 | Zig:20   | Killed Ajube the pandemonium lord
413011 | Zig:20   | Killed Bebumoh the pandemonium lord
413011 | Zig:20   | Killed Cell the pandemonium lord
413013 | Zig:20   | Killed Huimaism the pandemonium lord
413015 | Zig:20   | Killed a juggernaut
413017 | Zig:20   | Killed Avow the pandemonium lord
413019 | Zig:20   | Noticed Ryxiurek the pandemonium lord
413021 | Zig:20   | Killed Caukiklo the pandemonium lord
413021 | Zig:20   | Killed Waniyq the pandemonium lord
413021 | Zig:20   | Killed Cyt Pibaegre the pandemonium lord
413023 | Zig:20   | Killed Cer Jeut the pandemonium lord
413024 | Zig:20   | Killed Keimacs the pandemonium lord
413024 | Zig:20   | Killed Dirafemp the pandemonium lord
413024 | Zig:20   | Killed Iroiw the pandemonium lord
413024 | Zig:20   | Killed Qyinusch the pandemonium lord
413025 | Zig:20   | Noticed Nienkiac the pandemonium lord
413026 | Zig:20   | Noticed Zowyuf the pandemonium lord
413026 | Zig:20   | Killed Ryxiurek the pandemonium lord
413026 | Zig:20   | Killed Jyel the pandemonium lord
413026 | Zig:20   | Killed Goek Horr the pandemonium lord
413026 | Zig:20   | Killed Dorchun the pandemonium lord
413028 | Zig:20   | Killed Cineoch the pandemonium lord
413028 | Zig:20   | Killed Tiqir Toa the pandemonium lord
413029 | Zig:20   | Noticed Heilusylina the pandemonium lord
413029 | Zig:20   | Noticed Rekkaerph the pandemonium lord
413030 | Zig:20   | Noticed Bukhaz the pandemonium lord
413032 | Zig:20   | Killed Jimoh the pandemonium lord
413034 | Zig:20   | Noticed Xuuplysch the pandemonium lord
413034 | Zig:20   | Killed Bukhaz the pandemonium lord
413034 | Zig:20   | Killed Gesaw the pandemonium lord
413034 | Zig:20   | Killed Vuentou the pandemonium lord
413036 | Zig:20   | Noticed Saefis the pandemonium lord
413036 | Zig:20   | Killed Itiemm the pandemonium lord
413036 | Zig:20   | Killed Ruygrass the pandemonium lord
413037 | Zig:20   | Killed Ymuczel the pandemonium lord
413038 | Zig:20   | Noticed Haonk the pandemonium lord
413038 | Zig:20   | Killed Irisah the pandemonium lord
413038 | Zig:20   | Killed Ehoevvop the pandemonium lord
413038 | Zig:20   | Killed Xuuplysch the pandemonium lord
413039 | Zig:20   | Killed Atunusk the pandemonium lord
413039 | Zig:20   | Killed Eczirrev the pandemonium lord
413039 | Zig:20   | Killed Cuikaits the pandemonium lord
413039 | Zig:20   | Killed Kicowoi the pandemonium lord
413039 | Zig:20   | Killed Gaxzigit the pandemonium lord
413040 | Zig:20   | Noticed Lafost the pandemonium lord
413042 | Zig:20   | Noticed Xalukuexiasu the pandemonium lord
413042 | Zig:20   | Killed Zowyuf the pandemonium lord
413042 | Zig:20   | Killed Zukot the pandemonium lord
413042 | Zig:20   | Killed Cutsuel the pandemonium lord
413043 | Zig:20   | Noticed Jimusm the pandemonium lord
413044 | Zig:20   | Noticed Tirphaus the pandemonium lord
413045 | Zig:20   | Killed Xalukuexiasu the pandemonium lord
413045 | Zig:20   | Killed Tump the pandemonium lord
413049 | Zig:20   | Killed Heilusylina the pandemonium lord
413049 | Zig:20   | Killed Tery the pandemonium lord
413049 | Zig:20   | Killed Mocruerr the pandemonium lord
413049 | Zig:20   | Killed Fedgh the pandemonium lord
413050 | Zig:20   | Killed Haonk the pandemonium lord
413050 | Zig:20   | Killed Lafost the pandemonium lord
413051 | Zig:20   | Noticed Ajanin the pandemonium lord
413051 | Zig:20   | Noticed Guneulopt the pandemonium lord
413051 | Zig:20   | Noticed Wahuzut the pandemonium lord
413052 | Zig:20   | Noticed Toebb the pandemonium lord
413053 | Zig:20   | Killed Ajanin the pandemonium lord
413053 | Zig:20   | Killed Yfir the pandemonium lord
413055 | Zig:20   | Noticed Ciofil the pandemonium lord
413055 | Zig:20   | Noticed Jokkump the pandemonium lord
413055 | Zig:20   | Killed Rekkaerph the pandemonium lord
413056 | Zig:20   | Killed Pyno the pandemonium lord
413057 | Zig:20   | Killed Joaruqo the pandemonium lord
413057 | Zig:20   | Killed Loot the pandemonium lord
413057 | Zig:20   | Killed Jimusm the pandemonium lord
413059 | Zig:20   | Killed Caist the pandemonium lord
413059 | Zig:20   | Killed Ciofil the pandemonium lord
413059 | Zig:20   | Killed Nienkiac the pandemonium lord
413059 | Zig:20   | Killed Wahuzut the pandemonium lord
413059 | Zig:20   | Killed Maeti the pandemonium lord
413060 | Zig:20   | Noticed Zicutuly the pandemonium lord
413060 | Zig:20   | Killed Qoatwasa the pandemonium lord
413060 | Zig:20   | Killed Lyason the pandemonium lord
413061 | Zig:20   | Noticed Qowety the pandemonium lord
413062 | Zig:20   | Killed Toebb the pandemonium lord
413062 | Zig:20   | Killed Pono the pandemonium lord
413063 | Zig:20   | Killed Nealat the pandemonium lord
413065 | Zig:20   | Killed Vyav Hac the pandemonium lord
413065 | Zig:20   | Killed Jefen the pandemonium lord
413065 | Zig:20   | Killed Guneulopt the pandemonium lord
413065 | Zig:20   | Killed Zimma the pandemonium lord
413065 | Zig:20   | Killed Tirphaus the pandemonium lord
413065 | Zig:20   | Killed Qitz the pandemonium lord
413066 | Zig:20   | Noticed Jeigy the pandemonium lord
413066 | Zig:20   | Killed Jeigy the pandemonium lord
413066 | Zig:20   | Killed Qowety the pandemonium lord
413066 | Zig:20   | Killed Filour the pandemonium lord
413067 | Zig:20   | Noticed Liz Gob the pandemonium lord
413071 | Zig:20   | Noticed Zettanai the pandemonium lord
413073 | Zig:20   | Killed Iczax the pandemonium lord
413073 | Zig:20   | Killed Saefis the pandemonium lord
413073 | Zig:20   | Killed Zicutuly the pandemonium lord
413073 | Zig:20   | Killed Enura the pandemonium lord
413074 | Zig:20   | Noticed Tuepha the pandemonium lord
413074 | Zig:20   | Noticed Plog the pandemonium lord
413076 | Zig:20   | Killed Foefaac the pandemonium lord
413077 | Zig:20   | Killed Koipagem the pandemonium lord
413078 | Zig:20   | Noticed Eschemod the pandemonium lord
413080 | Zig:20   | Noticed Jozeox the pandemonium lord
413080 | Zig:20   | Killed Zettanai the pandemonium lord
413081 | Zig:20   | Killed Jokkump the pandemonium lord
413081 | Zig:20   | Killed Jozeox the pandemonium lord
413081 | Zig:20   | Killed Xesune the pandemonium lord
413081 | Zig:20   | Killed Pamec the pandemonium lord
413083 | Zig:20   | Noticed Hitoedghi the pandemonium lord
413083 | Zig:20   | Noticed Pudyups the pandemonium lord
413084 | Zig:20   | Noticed Suokheso the pandemonium lord
413084 | Zig:20   | Killed Qosang the pandemonium lord
413085 | Zig:20   | Killed Peruc the pandemonium lord
413085 | Zig:20   | Killed Hitoedghi the pandemonium lord
413085 | Zig:20   | Killed Ihorroogh the pandemonium lord
413085 | Zig:20   | Killed Pudyups the pandemonium lord
413085 | Zig:20   | Killed Tuepha the pandemonium lord
413087 | Zig:20   | Killed Plog the pandemonium lord
413087 | Zig:20   | Killed Liz Gob the pandemonium lord
413088 | Zig:20   | Noticed Toinib the pandemonium lord
413088 | Zig:20   | Killed Eschemod the pandemonium lord
413089 | Zig:20   | Noticed Yples the pandemonium lord
413089 | Zig:20   | Killed Suokheso the pandemonium lord
413090 | Zig:20   | Noticed Xios Tei the pandemonium lord
413090 | Zig:20   | Noticed Cilax the pandemonium lord
413092 | Zig:20   | Killed Yples the pandemonium lord
413093 | Zig:20   | Noticed Qeppol the pandemonium lord
413094 | Zig:20   | Noticed Wosing the pandemonium lord
413095 | Zig:20   | Noticed Toerawoe the pandemonium lord
413096 | Zig:20   | Killed Wosing the pandemonium lord
413099 | Zig:20   | Killed Irragyq the pandemonium lord
413100 | Zig:20   | Noticed Bape the pandemonium lord
413101 | Zig:20   | Noticed Illoxu Seaf the pandemonium lord
413102 | Zig:20   | Noticed Wotyvaeps the pandemonium lord
413102 | Zig:20   | Killed Yrphudde the pandemonium lord
413102 | Zig:20   | Killed Toinib the pandemonium lord
413102 | Zig:20   | Killed Toerawoe the pandemonium lord
413102 | Zig:20   | Killed Qeppol the pandemonium lord
413103 | Zig:20   | Killed Yppegol the pandemonium lord
413103 | Zig:20   | Killed Cilax the pandemonium lord
413105 | Zig:20   | Killed Zuren the pandemonium lord
413106 | Zig:20   | Killed Illoxu Seaf the pandemonium lord
413107 | Zig:20   | Noticed Hechesk the pandemonium lord
413107 | Zig:20   | Noticed Nuohary the pandemonium lord
413107 | Zig:20   | Noticed Mysoot the pandemonium lord
413108 | Zig:20   | Noticed Ydes the pandemonium lord
413108 | Zig:20   | Killed Xios Tei the pandemonium lord
413108 | Zig:20   | Killed Wotyvaeps the pandemonium lord
413109 | Zig:20   | Noticed Aniaxkin the pandemonium lord
413111 | Zig:20   | Noticed Ytyezebb the pandemonium lord
413111 | Zig:20   | Killed Nuohary the pandemonium lord
413111 | Zig:20   | Killed Bape the pandemonium lord
413111 | Zig:20   | Killed Ytyezebb the pandemonium lord
413113 | Zig:20   | Killed Hechesk the pandemonium lord
413113 | Zig:20   | Killed Aniaxkin the pandemonium lord
413113 | Zig:20   | Killed Ydes the pandemonium lord
413114 | Zig:20   | Noticed Qechutuu the pandemonium lord
413117 | Zig:20   | Noticed Zibopikh the pandemonium lord
413118 | Zig:20   | Killed Mieruusch the pandemonium lord
413118 | Zig:20   | Killed Mysoot the pandemonium lord
413118 | Zig:20   | Killed Zibopikh the pandemonium lord
413120 | Zig:20   | Killed Qechutuu the pandemonium lord
413120 | Zig:20   | Killed Cukos the pandemonium lord
413120 | Zig:20   | Killed Lahurori the pandemonium lord
413122 | Zig:20   | Noticed Geagheu the pandemonium lord
413128 | Zig:20   | Killed Geagheu the pandemonium lord
413223 | Zig:20   | Got a clouded granite ring
413225 | Zig:20   | Identified the ring of Vofohuekh {*Drain rElec rF+ rN+} (You found it on level 20 of a ziggurat)
413273 | Zig:20   | Got a faintly glowing amber ring
413274 | Zig:20   | Identified the ring "Jipafiyk" {Ice MR+ Str+2 Stlth+} (You found it on level 20 of a ziggurat)
413399 | Zig:21   | Entered Level 21 of a ziggurat
413567 | Zig:21   | Killed a starcursed mass
413598 | Zig:21   | Identified the +2 pair of boots of the Harvest {rPois rCorr} (You found it on level 21 of a ziggurat)
413741 | Zig:22   | Entered Level 22 of a ziggurat
413929 | Zig:22   | Noticed Keugumnol the pandemonium lord
413940 | Zig:22   | Killed Keugumnol the pandemonium lord
414030 | Zig:22   | Got a smoking brass ring
414032 | Zig:22   | Identified the ring of Luchieca {rPois Str-5 Int+2 Slay+3 SInv} (You found it on level 22 of a ziggurat)
414189 | Zig:23   | Entered Level 23 of a ziggurat
414307 | Zig:23   | Noticed Vaoxe the pandemonium lord
414318 | Zig:23   | Killed Vaoxe the pandemonium lord
414447 | Zig:23   | Identified the Compendium of Igneous Boosts
414459 | Zig:23   | Identified the +1 pair of boots of the City {+Fly} (You found it on level 23 of a ziggurat)
414465 | Zig:23   | Identified Sif Muna's Collected Works on Unstable Shape Shifting
414469 | Zig:23   | Got a glittering ivory ring
414471 | Zig:23   | Identified the ring of Dutzar {rElec MR+ Str+2 Slay+3 Stlth+} (You found it on level 23 of a ziggurat)
414483 | Zig:23   | Identified the Reference Book on Combat Magic
414485 | Zig:23   | Got a crude ivory ring
414486 | Zig:23   | Identified the ring "Doahesic" {*Slow rN+ Int+5 Stlth+} (You found it on level 23 of a ziggurat)
414509 | Zig:23   | Identified the Papyrus of Enchanting Good Luck
414527 | Zig:23   | Identified the Disquisition on the Creative Compass
414636 | Zig:23   | Identified the cursed +1 gold dragon scales "Vuroesof" {rElec rPois rF+ rC+} (You found it on level 23 of a ziggurat)
414697 | Zig:24   | Entered Level 24 of a ziggurat
414697 | Zig:24   | Noticed an ancient lich
414697 | Zig:24   | Noticed an ancient lich
414697 | Zig:24   | Noticed an ancient lich
414697 | Zig:24   | Noticed an ancient lich
414697 | Zig:24   | Noticed an ancient lich
414697 | Zig:24   | Noticed an ancient lich
414697 | Zig:24   | Noticed an ancient lich
414697 | Zig:24   | Noticed an ancient lich
414697 | Zig:24   | Noticed an ancient lich
414697 | Zig:24   | Noticed an ancient lich
414697 | Zig:24   | Noticed an ancient lich
414697 | Zig:24   | Noticed an ancient lich
414698 | Zig:24   | Killed an ancient lich
414698 | Zig:24   | Killed an ancient lich
414698 | Zig:24   | Killed an ancient lich
414698 | Zig:24   | Killed an ancient lich
414698 | Zig:24   | Killed an ancient lich
414699 | Zig:24   | Noticed an ancient lich
414699 | Zig:24   | Noticed an ancient lich
414699 | Zig:24   | Noticed an ancient lich
414699 | Zig:24   | Noticed an ancient lich
414699 | Zig:24   | Noticed an ancient lich
414699 | Zig:24   | Killed an ancient lich
414699 | Zig:24   | Killed an ancient lich
414699 | Zig:24   | Killed an ancient lich
414699 | Zig:24   | Killed an ancient lich
414699 | Zig:24   | Killed an ancient lich
414699 | Zig:24   | Killed an ancient lich
414700 | Zig:24   | Killed an ancient lich
414702 | Zig:24   | Killed an ancient lich
414702 | Zig:24   | Killed an ancient lich
414702 | Zig:24   | Killed an ancient lich
414702 | Zig:24   | Killed an ancient lich
414703 | Zig:24   | Noticed an ancient lich
414704 | Zig:24   | Noticed an ancient lich
414704 | Zig:24   | Killed an ancient lich
414706 | Zig:24   | Noticed an ancient lich
414706 | Zig:24   | Noticed an ancient lich
414707 | Zig:24   | Noticed an ancient lich
414708 | Zig:24   | Killed an ancient lich
414708 | Zig:24   | Killed an ancient lich
414709 | Zig:24   | Noticed an ancient lich
414710 | Zig:24   | Noticed an ancient lich
414710 | Zig:24   | Killed an ancient lich
414711 | Zig:24   | Noticed an ancient lich
414711 | Zig:24   | Killed an ancient lich
414711 | Zig:24   | Killed an ancient lich
414712 | Zig:24   | Noticed an ancient lich
414712 | Zig:24   | Noticed an ancient lich
414713 | Zig:24   | Noticed an ancient lich
414713 | Zig:24   | Noticed an ancient lich
414713 | Zig:24   | Noticed an ancient lich
414713 | Zig:24   | Noticed an ancient lich
414713 | Zig:24   | Killed an ancient lich
414713 | Zig:24   | Killed an ancient lich
414713 | Zig:24   | Killed an ancient lich
414714 | Zig:24   | Noticed an ancient lich
414714 | Zig:24   | Noticed an ancient lich
414714 | Zig:24   | Noticed an ancient lich
414714 | Zig:24   | Noticed an ancient lich
414714 | Zig:24   | Noticed an ancient lich
414715 | Zig:24   | Noticed an ancient lich
414715 | Zig:24   | Noticed an ancient lich
414715 | Zig:24   | Noticed an ancient lich
414715 | Zig:24   | Noticed an ancient lich
414715 | Zig:24   | Noticed an ancient lich
414716 | Zig:24   | Noticed an ancient lich
414716 | Zig:24   | Noticed an ancient lich
414716 | Zig:24   | Noticed an ancient lich
414716 | Zig:24   | Noticed an ancient lich
414716 | Zig:24   | Noticed an ancient lich
414716 | Zig:24   | Noticed an ancient lich
414717 | Zig:24   | Noticed an ancient lich
414717 | Zig:24   | Killed an ancient lich
414717 | Zig:24   | Killed an ancient lich
414717 | Zig:24   | Killed an ancient lich
414717 | Zig:24   | Killed an ancient lich
414717 | Zig:24   | Killed an ancient lich
414717 | Zig:24   | Killed an ancient lich
414717 | Zig:24   | Killed an ancient lich
414717 | Zig:24   | Killed an ancient lich
414717 | Zig:24   | Killed an ancient lich
414717 | Zig:24   | Killed an ancient lich
414717 | Zig:24   | Killed an ancient lich
414718 | Zig:24   | Noticed an ancient lich
414718 | Zig:24   | Noticed an ancient lich
414719 | Zig:24   | Noticed an ancient lich
414719 | Zig:24   | Killed an ancient lich
414719 | Zig:24   | Killed an ancient lich
414719 | Zig:24   | Killed an ancient lich
414719 | Zig:24   | Killed an ancient lich
414719 | Zig:24   | Killed an ancient lich
414719 | Zig:24   | Killed an ancient lich
414719 | Zig:24   | Killed an ancient lich
414719 | Zig:24   | Killed an ancient lich
414719 | Zig:24   | Killed an ancient lich
414719 | Zig:24   | Killed an ancient lich
414719 | Zig:24   | Killed an ancient lich
414719 | Zig:24   | Killed an ancient lich
414719 | Zig:24   | Killed an ancient lich
414720 | Zig:24   | Noticed an ancient lich
414720 | Zig:24   | Noticed an ancient lich
414720 | Zig:24   | Noticed an ancient lich
414722 | Zig:24   | Noticed an ancient lich
414722 | Zig:24   | Killed an ancient lich
414723 | Zig:24   | Noticed an ancient lich
414723 | Zig:24   | Noticed an ancient lich
414723 | Zig:24   | Killed an ancient lich
414724 | Zig:24   | Noticed an ancient lich
414724 | Zig:24   | Noticed an ancient lich
414724 | Zig:24   | Noticed an ancient lich
414724 | Zig:24   | Noticed an ancient lich
414724 | Zig:24   | Noticed an ancient lich
414724 | Zig:24   | Noticed an ancient lich
414724 | Zig:24   | Killed an ancient lich
414724 | Zig:24   | Killed an ancient lich
414724 | Zig:24   | Noticed an ancient lich
414724 | Zig:24   | Noticed an ancient lich
414724 | Zig:24   | Noticed an ancient lich
414725 | Zig:24   | Noticed an ancient lich
414725 | Zig:24   | Noticed an ancient lich
414725 | Zig:24   | Noticed an ancient lich
414725 | Zig:24   | Noticed an ancient lich
414725 | Zig:24   | Noticed an ancient lich
414725 | Zig:24   | Noticed an ancient lich
414725 | Zig:24   | Noticed an ancient lich
414725 | Zig:24   | Noticed an ancient lich
414725 | Zig:24   | Noticed an ancient lich
414725 | Zig:24   | Killed an ancient lich
414725 | Zig:24   | Killed an ancient lich
414725 | Zig:24   | Killed an ancient lich
414726 | Zig:24   | Noticed an ancient lich
414726 | Zig:24   | Noticed an ancient lich
414726 | Zig:24   | Noticed an ancient lich
414727 | Zig:24   | Killed an ancient lich
414727 | Zig:24   | Killed an ancient lich
414727 | Zig:24   | Killed an ancient lich
414727 | Zig:24   | Killed an ancient lich
414727 | Zig:24   | Killed an ancient lich
414727 | Zig:24   | Killed an ancient lich
414727 | Zig:24   | Killed an ancient lich
414727 | Zig:24   | Killed an ancient lich
414727 | Zig:24   | Killed an ancient lich
414727 | Zig:24   | Killed an ancient lich
414727 | Zig:24   | Killed an ancient lich
414727 | Zig:24   | Killed an ancient lich
414727 | Zig:24   | Killed an ancient lich
414728 | Zig:24   | Noticed an ancient lich
414728 | Zig:24   | Killed an ancient lich
414728 | Zig:24   | Killed an ancient lich
414728 | Zig:24   | Killed an ancient lich
414728 | Zig:24   | Killed an ancient lich
414728 | Zig:24   | Killed an ancient lich
414728 | Zig:24   | Killed an ancient lich
414728 | Zig:24   | Killed an ancient lich
414728 | Zig:24   | Killed an ancient lich
414728 | Zig:24   | Killed an ancient lich
414729 | Zig:24   | Noticed an ancient lich
414730 | Zig:24   | Noticed an ancient lich
414731 | Zig:24   | Noticed an ancient lich
414731 | Zig:24   | Noticed an ancient lich
414732 | Zig:24   | Noticed an ancient lich
414732 | Zig:24   | Noticed an ancient lich
414733 | Zig:24   | Noticed an ancient lich
414733 | Zig:24   | Noticed an ancient lich
414734 | Zig:24   | Noticed an ancient lich
414734 | Zig:24   | Noticed an ancient lich
414734 | Zig:24   | Noticed an ancient lich
414734 | Zig:24   | Noticed an ancient lich
414734 | Zig:24   | Killed an ancient lich
414734 | Zig:24   | Killed an ancient lich
414735 | Zig:24   | Noticed an ancient lich
414735 | Zig:24   | Noticed an ancient lich
414735 | Zig:24   | Noticed an ancient lich
414735 | Zig:24   | Noticed an ancient lich
414735 | Zig:24   | Noticed an ancient lich
414735 | Zig:24   | Noticed an ancient lich
414736 | Zig:24   | Noticed an ancient lich
414736 | Zig:24   | Noticed an ancient lich
414737 | Zig:24   | Killed an ancient lich
414737 | Zig:24   | Killed an ancient lich
414737 | Zig:24   | Killed an ancient lich
414737 | Zig:24   | Killed an ancient lich
414737 | Zig:24   | Killed an ancient lich
414737 | Zig:24   | Killed an ancient lich
414737 | Zig:24   | Killed an ancient lich
414737 | Zig:24   | Killed an ancient lich
414737 | Zig:24   | Killed an ancient lich
414737 | Zig:24   | Killed an ancient lich
414738 | Zig:24   | Killed an ancient lich
414738 | Zig:24   | Killed an ancient lich
414738 | Zig:24   | Killed an ancient lich
414738 | Zig:24   | Killed an ancient lich
414738 | Zig:24   | Killed an ancient lich
414738 | Zig:24   | Killed an ancient lich
414738 | Zig:24   | Killed an ancient lich
414738 | Zig:24   | Killed an ancient lich
414738 | Zig:24   | Killed an ancient lich
414739 | Zig:24   | Noticed an ancient lich
414744 | Zig:24   | Noticed an ancient lich
414744 | Zig:24   | Noticed an ancient lich
414744 | Zig:24   | Noticed an ancient lich
414745 | Zig:24   | Noticed an ancient lich
414745 | Zig:24   | Noticed an ancient lich
414746 | Zig:24   | Noticed an ancient lich
414747 | Zig:24   | Noticed an ancient lich
414747 | Zig:24   | Noticed an ancient lich
414747 | Zig:24   | Killed an ancient lich
414747 | Zig:24   | Killed an ancient lich
414747 | Zig:24   | Killed an ancient lich
414747 | Zig:24   | Killed an ancient lich
414747 | Zig:24   | Killed an ancient lich
414750 | Zig:24   | Killed an ancient lich
414750 | Zig:24   | Killed an ancient lich
414750 | Zig:24   | Killed an ancient lich
414753 | Zig:24   | Noticed an ancient lich
414754 | Zig:24   | Noticed an ancient lich
414754 | Zig:24   | Killed an ancient lich
414758 | Zig:24   | Killed an ancient lich
414758 | Zig:24   | Killed an ancient lich
414777 | Zig:24   | Got a translucent amber ring
414779 | Zig:24   | Identified the ring of Nelepil {MR+ Stlth-} (You found it on level 24 of a ziggurat)
414816 | Zig:24   | Got a shimmering tin ring
414817 | Zig:24   | Identified the ring of Hard Scrabble {+Inv Stlth+} (You found it on level 24 of a ziggurat)
414823 | Zig:24   | Got a twitching granite ring
414824 | Zig:24   | Identified the ring of Fragile Peace {rPois rF- rC- Str+8 Stlth+} (You found it on level 24 of a ziggurat)
414836 | Zig:24   | Got a pitted lead ring
414837 | Zig:24   | Identified the ring "Polumn" {AC+4 Str+7} (You found it on level 24 of a ziggurat)
415017 | Zig:24   | Identified the +2 cloak "Nigehuhi" {rPois rCorr Str-5 Int+7 SInv} (You found it on level 24 of a ziggurat)
415026 | Zig:24   | Identified A Primer on Spellweaving
415029 | Zig:24   | Identified the +1 broad axe "Vahapn" {chop, *Drain Fragile rElec MR+++} (You found it on level 24 of a ziggurat)
415074 | Zig:25   | Entered Level 25 of a ziggurat
415280 | Zig:25   | Got a vibrating golden ring
415283 | Zig:25   | Identified the ring "Yhuoqess" {rF+ Stlth+} (You found it on level 25 of a ziggurat)
415690 | Zig:25   | Identified the Compendium of Displaced Boosts
415707 | Zig:26   | Entered Level 26 of a ziggurat
415904 | Zig:26   | Identified the +1 pair of gloves "Egereisu" {Int+6} (You found it on level 26 of a ziggurat)
415913 | Zig:26   | Identified the +2 pair of boots "Heco" {rElec} (You found it on level 26 of a ziggurat)
415916 | Zig:26   | Got a fine lapis lazuli ring
415918 | Zig:26   | Identified the ring "Homeful" {Fire MR+ MP-9 Int+2 Slay+3} (You found it on level 26 of a ziggurat)
415960 | Zig:26   | Got a wavering copper amulet
415961 | Zig:26   | Identified the amulet "Nauxeyd" {rN+ Regen+ Int+4 Dex+3} (You found it on level 26 of a ziggurat)
415963 | Zig:26   | Identified the amulet of the Lion {rElec Regen+ Dex+4} (You found it on level 8 of a ziggurat)
416129 | Zig:27   | Entered Level 27 of a ziggurat
416270 | Zig:27   | Paralysed by a floating eye for 2 turns
416285 | Zig:27   | Paralysed by a floating eye for 3 turns
416381 | Zig:27   | Got a pitted lead ring
416382 | Zig:27   | Identified the ring of Wiroojuf {*Drain rElec rF+ Int+5} (You found it on level 27 of a ziggurat)
416398 | Zig:27   | Identified the Papyrus of Earthen Aid
416432 | Zig:27   | Got a scorched platinum ring
416434 | Zig:27   | Identified the ring "Ygoin" {+Fly rC- MR+++ Int+6 Stlth+} (You found it on level 27 of a ziggurat)
416509 | Zig:27   | Identified the +11 double sword "Nihinusk" {protect, rC+ Int+4} (You found it on level 27 of a ziggurat)
416603 | Depths:2 | Identified the +1 pair of boots of Salvation {rPois rF+} (You acquired it on level 2 of the Depths)
416604 | Depths:2 | Identified the +1 pair of boots of Abstinence {rPois Str+6 Int+3} (You acquired it on level 2 of the Depths)
416678 | Zig:1    | Entered Level 1 of a ziggurat
416678 | Zig:1    | Noticed an ancient lich
416678 | Zig:1    | Noticed an ancient lich
416678 | Zig:1    | Noticed an ancient lich
416678 | Zig:1    | Noticed an ancient lich
416678 | Zig:1    | Noticed an ancient lich
416678 | Zig:1    | Noticed an ancient lich
416678 | Zig:1    | Noticed an ancient lich
416678 | Zig:1    | Noticed an ancient lich
416679 | Zig:1    | Killed an ancient lich
416679 | Zig:1    | Killed an ancient lich
416679 | Zig:1    | Killed an ancient lich
416679 | Zig:1    | Killed an ancient lich
416680 | Zig:1    | Killed an ancient lich
416680 | Zig:1    | Killed an ancient lich
416680 | Zig:1    | Killed an ancient lich
416681 | Zig:1    | Killed an ancient lich
416715 | Zig:2    | Entered Level 2 of a ziggurat
416775 | Zig:3    | Entered Level 3 of a ziggurat
416787 | Zig:3    | Got a steaming iron ring
416789 | Zig:3    | Identified the ring "Uplylile" {Fire Dex+4} (You found it on level 3 of a ziggurat)
416814 | Zig:4    | Entered Level 4 of a ziggurat
416886 | Zig:4    | Identified the Collected Works on Lightness and Aid
416933 | Zig:5    | Entered Level 5 of a ziggurat
416933 | Zig:5    | Noticed an ancient lich
416933 | Zig:5    | Noticed an ancient lich
416933 | Zig:5    | Noticed an ancient lich
416933 | Zig:5    | Noticed an ancient lich
416934 | Zig:5    | Killed an ancient lich
416934 | Zig:5    | Killed an ancient lich
416935 | Zig:5    | Noticed an ancient lich
416936 | Zig:5    | Noticed an ancient lich
416936 | Zig:5    | Killed an ancient lich
416937 | Zig:5    | Killed an ancient lich
416938 | Zig:5    | Killed an ancient lich
416940 | Zig:5    | Killed an ancient lich
417031 | Zig:6    | Entered Level 6 of a ziggurat
417110 | Zig:7    | Entered Level 7 of a ziggurat
417110 | Zig:7    | Noticed an ancient lich
417110 | Zig:7    | Noticed an ancient lich
417110 | Zig:7    | Noticed an ancient lich
417110 | Zig:7    | Noticed an ancient lich
417110 | Zig:7    | Noticed an ancient lich
417110 | Zig:7    | Noticed an ancient lich
417110 | Zig:7    | Noticed an ancient lich
417111 | Zig:7    | Killed an ancient lich
417111 | Zig:7    | Killed an ancient lich
417111 | Zig:7    | Killed an ancient lich
417112 | Zig:7    | Noticed an ancient lich
417112 | Zig:7    | Noticed an ancient lich
417113 | Zig:7    | Noticed an ancient lich
417114 | Zig:7    | Killed an ancient lich
417114 | Zig:7    | Killed an ancient lich
417114 | Zig:7    | Killed an ancient lich
417114 | Zig:7    | Killed an ancient lich
417114 | Zig:7    | Killed an ancient lich
417114 | Zig:7    | Killed an ancient lich
417115 | Zig:7    | Noticed an ancient lich
417116 | Zig:7    | Killed an ancient lich
417117 | Zig:7    | Noticed an ancient lich
417117 | Zig:7    | Noticed an ancient lich
417117 | Zig:7    | Killed an ancient lich
417117 | Zig:7    | Killed an ancient lich
417118 | Zig:7    | Killed an ancient lich
417120 | Zig:7    | Noticed an ancient lich
417122 | Zig:7    | Noticed an ancient lich
417124 | Zig:7    | Killed an ancient lich
417124 | Zig:7    | Killed an ancient lich
417302 | Zig:8    | Entered Level 8 of a ziggurat
417479 | Zig:9    | Entered Level 9 of a ziggurat
417479 | Zig:9    | Noticed an orb of fire
417479 | Zig:9    | Noticed an orb of fire
417479 | Zig:9    | Noticed an orb of fire
417479 | Zig:9    | Noticed an orb of fire
417479 | Zig:9    | Noticed an orb of fire
417479 | Zig:9    | Noticed an orb of fire
417479 | Zig:9    | Noticed an orb of fire
417479 | Zig:9    | Noticed an orb of fire
417479 | Zig:9    | Noticed an orb of fire
417479 | Zig:9    | Noticed an orb of fire
417479 | Zig:9    | Noticed an orb of fire
417479 | Zig:9    | Noticed an orb of fire
417479 | Zig:9    | Noticed an orb of fire
417481 | Zig:9    | Noticed an orb of fire
417483 | Zig:9    | Killed an orb of fire
417483 | Zig:9    | Killed an orb of fire
417483 | Zig:9    | Killed an orb of fire
417483 | Zig:9    | Killed an orb of fire
417483 | Zig:9    | Killed an orb of fire
417484 | Zig:9    | Noticed an orb of fire
417484 | Zig:9    | Noticed an orb of fire
417484 | Zig:9    | Noticed an orb of fire
417484 | Zig:9    | Killed an orb of fire
417484 | Zig:9    | Killed an orb of fire
417484 | Zig:9    | Killed an orb of fire
417484 | Zig:9    | Killed an orb of fire
417485 | Zig:9    | Killed an orb of fire
417486 | Zig:9    | Killed an orb of fire
417486 | Zig:9    | Killed an orb of fire
417486 | Zig:9    | Killed an orb of fire
417488 | Zig:9    | Noticed an orb of fire
417488 | Zig:9    | Noticed an orb of fire
417489 | Zig:9    | Noticed an orb of fire
417489 | Zig:9    | Noticed an orb of fire
417490 | Zig:9    | Noticed an orb of fire
417490 | Zig:9    | Noticed an orb of fire
417491 | Zig:9    | Noticed an orb of fire
417491 | Zig:9    | Killed an orb of fire
417491 | Zig:9    | Killed an orb of fire
417492 | Zig:9    | Noticed an orb of fire
417493 | Zig:9    | Noticed an orb of fire
417493 | Zig:9    | Noticed an orb of fire
417493 | Zig:9    | Noticed an orb of fire
417493 | Zig:9    | Killed an orb of fire
417494 | Zig:9    | Noticed an orb of fire
417494 | Zig:9    | Noticed an orb of fire
417494 | Zig:9    | Killed an orb of fire
417494 | Zig:9    | Killed an orb of fire
417495 | Zig:9    | Noticed an orb of fire
417495 | Zig:9    | Noticed an orb of fire
417495 | Zig:9    | Noticed an orb of fire
417495 | Zig:9    | Noticed an orb of fire
417495 | Zig:9    | Killed an orb of fire
417495 | Zig:9    | Killed an orb of fire
417495 | Zig:9    | Killed an orb of fire
417496 | Zig:9    | Noticed an orb of fire
417496 | Zig:9    | Noticed an orb of fire
417496 | Zig:9    | Killed an orb of fire
417497 | Zig:9    | Noticed an orb of fire
417497 | Zig:9    | Noticed an orb of fire
417497 | Zig:9    | Killed an orb of fire
417497 | Zig:9    | Killed an orb of fire
417497 | Zig:9    | Killed an orb of fire
417498 | Zig:9    | Noticed an orb of fire
417499 | Zig:9    | Noticed an orb of fire
417500 | Zig:9    | Noticed an orb of fire
417500 | Zig:9    | Killed an orb of fire
417501 | Zig:9    | Killed an orb of fire
417501 | Zig:9    | Killed an orb of fire
417501 | Zig:9    | Killed an orb of fire
417501 | Zig:9    | Killed an orb of fire
417502 | Zig:9    | Killed an orb of fire
417502 | Zig:9    | Killed an orb of fire
417502 | Zig:9    | Killed an orb of fire
417503 | Zig:9    | Noticed an orb of fire
417503 | Zig:9    | Noticed an orb of fire
417503 | Zig:9    | Killed an orb of fire
417503 | Zig:9    | Killed an orb of fire
417504 | Zig:9    | Noticed an orb of fire
417504 | Zig:9    | Noticed an orb of fire
417504 | Zig:9    | Noticed an orb of fire
417504 | Zig:9    | Noticed an orb of fire
417504 | Zig:9    | Killed an orb of fire
417504 | Zig:9    | Killed an orb of fire
417504 | Zig:9    | Killed an orb of fire
417505 | Zig:9    | Noticed an orb of fire
417505 | Zig:9    | Killed an orb of fire
417507 | Zig:9    | Noticed an orb of fire
417507 | Zig:9    | Noticed an orb of fire
417507 | Zig:9    | Noticed an orb of fire
417507 | Zig:9    | Noticed an orb of fire
417507 | Zig:9    | Noticed an orb of fire
417507 | Zig:9    | Killed an orb of fire
417507 | Zig:9    | Killed an orb of fire
417507 | Zig:9    | Killed an orb of fire
417508 | Zig:9    | Noticed an orb of fire
417508 | Zig:9    | Killed an orb of fire
417508 | Zig:9    | Killed an orb of fire
417509 | Zig:9    | Noticed an orb of fire
417509 | Zig:9    | Noticed an orb of fire
417510 | Zig:9    | Noticed an orb of fire
417510 | Zig:9    | Killed an orb of fire
417511 | Zig:9    | Noticed an orb of fire
417511 | Zig:9    | Killed an orb of fire
417512 | Zig:9    | Noticed an orb of fire
417512 | Zig:9    | Killed an orb of fire
417513 | Zig:9    | Noticed an orb of fire
417513 | Zig:9    | Killed an orb of fire
417513 | Zig:9    | Killed an orb of fire
417513 | Zig:9    | Killed an orb of fire
417513 | Zig:9    | Killed an orb of fire
417513 | Zig:9    | Killed an orb of fire
417513 | Zig:9    | Killed an orb of fire
417514 | Zig:9    | Killed an orb of fire
417514 | Zig:9    | Killed an orb of fire
417515 | Zig:9    | Noticed an orb of fire
417515 | Zig:9    | Noticed an orb of fire
417516 | Zig:9    | Killed an orb of fire
417516 | Zig:9    | Killed an orb of fire
417516 | Zig:9    | Killed an orb of fire
417516 | Zig:9    | Killed an orb of fire
417517 | Zig:9    | Noticed an orb of fire
417518 | Zig:9    | Noticed an orb of fire
417520 | Zig:9    | Noticed an orb of fire
417520 | Zig:9    | Killed an orb of fire
417520 | Zig:9    | Killed an orb of fire
417520 | Zig:9    | Killed an orb of fire
417521 | Zig:9    | Noticed an orb of fire
417522 | Zig:9    | Noticed an orb of fire
417523 | Zig:9    | Killed an orb of fire
417523 | Zig:9    | Killed an orb of fire
417523 | Zig:9    | Killed an orb of fire
417524 | Zig:9    | Killed an orb of fire
417529 | Zig:9    | Killed an orb of fire
417638 | Zig:10   | Entered Level 10 of a ziggurat
417662 | Zig:10   | Noticed Xurchus the pandemonium lord
417663 | Zig:10   | Killed Xurchus the pandemonium lord
417728 | Zig:10   | Got a twitching marble ring
417730 | Zig:10   | Identified the ring "Hayry" {Str+2 Dex+3 SInv} (You found it on level 10 of a ziggurat)
417746 | Zig:10   | Got a sparkling wooden ring
417747 | Zig:10   | Identified the ring of Pudghyeho {+Blink +Fly rN++ MR- AC+4} (You found it on level 10 of a ziggurat)
417762 | Zig:10   | Identified the Volume of Shape Shifting and Snow
417838 | Zig:11   | Entered Level 11 of a ziggurat
417895 | Zig:11   | Got a pitted platinum ring
417896 | Zig:11   | Identified the cursed ring "Zezomonogy" {*Corrode rC+ MR+ Str-3 Slay+2} (You found it on level 11 of a ziggurat)
417920 | Zig:11   | Got a coiled zirconium amulet
417921 | Zig:11   | Identified the amulet of Fedug {Harm *Drain rF+ Int+4} (You found it on level 11 of a ziggurat)
417925 | Zig:11   | Got a flickering lead ring
418093 | Zig:12   | Entered Level 12 of a ziggurat
418093 | Zig:12   | Noticed Unuyrej the pandemonium lord
418093 | Zig:12   | Noticed Qyocos the pandemonium lord
418093 | Zig:12   | Noticed Hubba the pandemonium lord
418093 | Zig:12   | Noticed Odehiek the pandemonium lord
418093 | Zig:12   | Noticed Leitz the pandemonium lord
418093 | Zig:12   | Noticed Itaff the pandemonium lord
418093 | Zig:12   | Noticed Buneagh the pandemonium lord
418093 | Zig:12   | Noticed Voenteg the pandemonium lord
418093 | Zig:12   | Noticed Ehoom the pandemonium lord
418093 | Zig:12   | Noticed Corhituh the pandemonium lord
418093 | Zig:12   | Noticed Qith the pandemonium lord
418093 | Zig:12   | Noticed Miptos the pandemonium lord
418093 | Zig:12   | Noticed Higoopn the pandemonium lord
418093 | Zig:12   | Noticed Wunwi the pandemonium lord
418093 | Zig:12   | Noticed Mugoischaimo the pandemonium lord
418093 | Zig:12   | Noticed Dymidgh the pandemonium lord
418093 | Zig:12   | Noticed Toofayru the pandemonium lord
418093 | Zig:12   | Noticed Awib the pandemonium lord
418093 | Zig:12   | Noticed Xuigoaxan the pandemonium lord
418093 | Zig:12   | Noticed Fiaxt the pandemonium lord
418093 | Zig:12   | Noticed Xuuhua the pandemonium lord
418093 | Zig:12   | Noticed Wunk the pandemonium lord
418093 | Zig:12   | Noticed Dochet the pandemonium lord
418093 | Zig:12   | Noticed Setuvoqa the pandemonium lord
418093 | Zig:12   | Noticed Zol Fuas the pandemonium lord
418093 | Zig:12   | Noticed Coak Tuf the pandemonium lord
418093 | Zig:12   | Noticed Obrut the pandemonium lord
418093 | Zig:12   | Noticed Kotuuff the pandemonium lord
418093 | Zig:12   | Noticed Akkarem the pandemonium lord
418093 | Zig:12   | Noticed Uffimnur the pandemonium lord
418093 | Zig:12   | Noticed Lepris the pandemonium lord
418093 | Zig:12   | Noticed Ymi Gory the pandemonium lord
418093 | Zig:12   | Noticed Foos the pandemonium lord
418093 | Zig:12   | Noticed Boocrew the pandemonium lord
418093 | Zig:12   | Noticed Orghal the pandemonium lord
418093 | Zig:12   | Noticed Jycaxkoucs the pandemonium lord
418093 | Zig:12   | Noticed Sawosk the pandemonium lord
418093 | Zig:12   | Noticed Wuella the pandemonium lord
418093 | Zig:12   | Noticed Nishas the pandemonium lord
418093 | Zig:12   | Noticed Utemuve the pandemonium lord
418093 | Zig:12   | Noticed Fomeorch the pandemonium lord
418093 | Zig:12   | Noticed Tico the pandemonium lord
418093 | Zig:12   | Noticed Laseq the pandemonium lord
418093 | Zig:12   | Noticed Jazuak the pandemonium lord
418095 | Zig:12   | Noticed Joir the pandemonium lord
418095 | Zig:12   | Noticed Fymoruuv the pandemonium lord
418095 | Zig:12   | Killed Odehiek the pandemonium lord
418095 | Zig:12   | Killed Ymi Gory the pandemonium lord
418096 | Zig:12   | Noticed Edwob the pandemonium lord
418096 | Zig:12   | Noticed Qoraicia the pandemonium lord
418096 | Zig:12   | Noticed Jautul the pandemonium lord
418096 | Zig:12   | Noticed Xoavywon the pandemonium lord
418096 | Zig:12   | Noticed Rotsykom the pandemonium lord
418096 | Zig:12   | Killed Coak Tuf the pandemonium lord
418096 | Zig:12   | Killed Uffimnur the pandemonium lord
418097 | Zig:12   | Noticed Jiemuvogo the pandemonium lord
418097 | Zig:12   | Noticed Dabbec the pandemonium lord
418097 | Zig:12   | Noticed Zokh the pandemonium lord
418097 | Zig:12   | Killed Joir the pandemonium lord
418097 | Zig:12   | Killed Qyocos the pandemonium lord
418097 | Zig:12   | Killed Dutes the pandemonium lord
418097 | Zig:12   | Killed Tico the pandemonium lord
418097 | Zig:12   | Killed Laseq the pandemonium lord
418097 | Zig:12   | Killed Boocrew the pandemonium lord
418097 | Zig:12   | Killed Xoavywon the pandemonium lord
418097 | Zig:12   | Killed Itaff the pandemonium lord
418097 | Zig:12   | Killed Toofayru the pandemonium lord
418098 | Zig:12   | Noticed Lappiz the pandemonium lord
418098 | Zig:12   | Noticed Caog the pandemonium lord
418098 | Zig:12   | Noticed Nungaxt the pandemonium lord
418098 | Zig:12   | Killed Xuuhua the pandemonium lord
418098 | Zig:12   | Killed Qith the pandemonium lord
418098 | Zig:12   | Killed Setuvoqa the pandemonium lord
418098 | Zig:12   | Killed Zol Fuas the pandemonium lord
418098 | Zig:12   | Killed Obrut the pandemonium lord
418098 | Zig:12   | Killed Orghal the pandemonium lord
418099 | Zig:12   | Noticed Awipets the pandemonium lord
418099 | Zig:12   | Noticed Zishin the pandemonium lord
418099 | Zig:12   | Noticed Aronatoh the pandemonium lord
418099 | Zig:12   | Noticed Lipnem the pandemonium lord
418099 | Zig:12   | Killed Unuyrej the pandemonium lord
418099 | Zig:12   | Killed Jycaxkoucs the pandemonium lord
418099 | Zig:12   | Killed Fomeorch the pandemonium lord
418099 | Zig:12   | Killed Corhituh the pandemonium lord
418099 | Zig:12   | Killed Jazuak the pandemonium lord
418099 | Zig:12   | Killed Lepris the pandemonium lord
418099 | Zig:12   | Killed Miptos the pandemonium lord
418100 | Zig:12   | Noticed Uloir the pandemonium lord
418100 | Zig:12   | Noticed Disch the pandemonium lord
418100 | Zig:12   | Noticed Jaihoilu the pandemonium lord
418100 | Zig:12   | Noticed Nikhlu the pandemonium lord
418100 | Zig:12   | Noticed Kuanyda the pandemonium lord
418100 | Zig:12   | Noticed Gaosh the pandemonium lord
418101 | Zig:12   | Noticed Zoxzumorgh the pandemonium lord
418102 | Zig:12   | Noticed Zaf Mod the pandemonium lord
418104 | Zig:12   | Killed Sawosk the pandemonium lord
418106 | Zig:12   | Noticed Otwywn the pandemonium lord
418109 | Zig:12   | Noticed Tais the pandemonium lord
418109 | Zig:12   | Killed Lipnem the pandemonium lord
418110 | Zig:12   | Noticed Mocapru the pandemonium lord
418111 | Zig:12   | Killed Zokh the pandemonium lord
418111 | Zig:12   | Killed Nungaxt the pandemonium lord
418112 | Zig:12   | Killed Hubba the pandemonium lord
418114 | Zig:12   | Killed Voenteg the pandemonium lord
418115 | Zig:12   | Noticed Woocic the pandemonium lord
418116 | Zig:12   | Killed Nishas the pandemonium lord
418116 | Zig:12   | Killed Lappiz the pandemonium lord
418118 | Zig:12   | Noticed Heupau the pandemonium lord
418119 | Zig:12   | Killed Jiemuvogo the pandemonium lord
418122 | Zig:12   | Killed Fiaxt the pandemonium lord
418123 | Zig:12   | Killed Mocapru the pandemonium lord
418126 | Zig:12   | Noticed Nuphis the pandemonium lord
418126 | Zig:12   | Killed Heupau the pandemonium lord
418127 | Zig:12   | Killed Caog the pandemonium lord
418127 | Zig:12   | Killed Kotuuff the pandemonium lord
418127 | Zig:12   | Killed Zaf Mod the pandemonium lord
418127 | Zig:12   | Killed Wunwi the pandemonium lord
418127 | Zig:12   | Killed Leitz the pandemonium lord
418127 | Zig:12   | Killed Qoraicia the pandemonium lord
418127 | Zig:12   | Killed Edwob the pandemonium lord
418127 | Zig:12   | Killed Dabbec the pandemonium lord
418127 | Zig:12   | Killed Kuanyda the pandemonium lord
418127 | Zig:12   | Killed Dochet the pandemonium lord
418128 | Zig:12   | Noticed Agecsoih the pandemonium lord
418128 | Zig:12   | Killed Disch the pandemonium lord
418129 | Zig:12   | Noticed Iptica the pandemonium lord
418129 | Zig:12   | Noticed Muritak the pandemonium lord
418129 | Zig:12   | Noticed Aloek the pandemonium lord
418129 | Zig:12   | Noticed Logej the pandemonium lord
418129 | Zig:12   | Killed Fymoruuv the pandemonium lord
418129 | Zig:12   | Killed Okiaziyh the pandemonium lord
418129 | Zig:12   | Killed Otwywn the pandemonium lord
418129 | Zig:12   | Killed Foos the pandemonium lord
418129 | Zig:12   | Killed Wuella the pandemonium lord
418130 | Zig:12   | Noticed Tenaet the pandemonium lord
418130 | Zig:12   | Noticed Gaomn the pandemonium lord
418130 | Zig:12   | Noticed Ugaiwior the pandemonium lord
418130 | Zig:12   | Killed Awib the pandemonium lord
418130 | Zig:12   | Killed Tenaet the pandemonium lord
418130 | Zig:12   | Killed Xuigoaxan the pandemonium lord
418130 | Zig:12   | Killed Agecsoih the pandemonium lord
418130 | Zig:12   | Killed Higoopn the pandemonium lord
418130 | Zig:12   | Killed Aronatoh the pandemonium lord
418130 | Zig:12   | Killed Tais the pandemonium lord
418131 | Zig:12   | Noticed Mipnaeczi the pandemonium lord
418133 | Zig:12   | Noticed Fehagous the pandemonium lord
418133 | Zig:12   | Noticed Esienlan the pandemonium lord
418134 | Zig:12   | Killed Iptica the pandemonium lord
418134 | Zig:12   | Killed Jaihoilu the pandemonium lord
418134 | Zig:12   | Killed Zishin the pandemonium lord
418135 | Zig:12   | Noticed Namizush the pandemonium lord
418135 | Zig:12   | Killed Esienlan the pandemonium lord
418137 | Zig:12   | Killed Awipets the pandemonium lord
418137 | Zig:12   | Killed Aloek the pandemonium lord
418137 | Zig:12   | Noticed Ykeise Etio the pandemonium lord
418138 | Zig:12   | Noticed Feixzaol the pandemonium lord
418139 | Zig:12   | Killed Nuphis the pandemonium lord
418139 | Zig:12   | Killed Nikhlu the pandemonium lord
418140 | Zig:12   | Noticed Waeresm the pandemonium lord
418140 | Zig:12   | Noticed Gozxo the pandemonium lord
418140 | Zig:12   | Noticed Xahys the pandemonium lord
418140 | Zig:12   | Noticed Iddutibu the pandemonium lord
418140 | Zig:12   | Killed Ykeise Etio the pandemonium lord
418140 | Zig:12   | Killed Mugoischaimo the pandemonium lord
418140 | Zig:12   | Killed Zoxzumorgh the pandemonium lord
418140 | Zig:12   | Killed Mipnaeczi the pandemonium lord
418142 | Zig:12   | Noticed Eqadi the pandemonium lord
418143 | Zig:12   | Noticed Tiokk the pandemonium lord
418143 | Zig:12   | Noticed Vatuuzokk the pandemonium lord
418143 | Zig:12   | Killed Wunk the pandemonium lord
418144 | Zig:12   | Noticed Weteom the pandemonium lord
418144 | Zig:12   | Noticed Momyetao the pandemonium lord
418144 | Zig:12   | Noticed Besh the pandemonium lord
418144 | Zig:12   | Killed Waeresm the pandemonium lord
418144 | Zig:12   | Killed Iddutibu the pandemonium lord
418144 | Zig:12   | Killed Ehoom the pandemonium lord
418144 | Zig:12   | Killed Ugaiwior the pandemonium lord
418144 | Zig:12   | Killed Rotsykom the pandemonium lord
418145 | Zig:12   | Noticed Oxeis the pandemonium lord
418145 | Zig:12   | Noticed Ovvocecia the pandemonium lord
418145 | Zig:12   | Killed Dymidgh the pandemonium lord
418145 | Zig:12   | Killed Vaicw the pandemonium lord
418145 | Zig:12   | Killed Namizush the pandemonium lord
418145 | Zig:12   | Killed Jautul the pandemonium lord
418145 | Zig:12   | Killed Akkarem the pandemonium lord
418146 | Zig:12   | Noticed Wengoxoj the pandemonium lord
418146 | Zig:12   | Noticed Joptua the pandemonium lord
418146 | Zig:12   | Killed Logej the pandemonium lord
418147 | Zig:12   | Killed Oxeis the pandemonium lord
418147 | Zig:12   | Killed Vatuuzokk the pandemonium lord
418147 | Zig:12   | Killed Weteom the pandemonium lord
418147 | Zig:12   | Killed Feixzaol the pandemonium lord
418147 | Zig:12   | Killed Woocic the pandemonium lord
418147 | Zig:12   | Killed Buneagh the pandemonium lord
418147 | Zig:12   | Killed Fehagous the pandemonium lord
418147 | Zig:12   | Killed Uloir the pandemonium lord
418147 | Zig:12   | Killed Muritak the pandemonium lord
418147 | Zig:12   | Killed Gaomn the pandemonium lord
418147 | Zig:12   | Killed Gaosh the pandemonium lord
418147 | Zig:12   | Killed Xahys the pandemonium lord
418148 | Zig:12   | Noticed Bidost the pandemonium lord
418148 | Zig:12   | Noticed Duur the pandemonium lord
418149 | Zig:12   | Noticed Voli the pandemonium lord
418149 | Zig:12   | Noticed Suqaismet the pandemonium lord
418149 | Zig:12   | Noticed Biohusha the pandemonium lord
418149 | Zig:12   | Noticed Mipnusac the pandemonium lord
418149 | Zig:12   | Killed Besh the pandemonium lord
418149 | Zig:12   | Killed Begopp the pandemonium lord
418149 | Zig:12   | Killed Yzurghaut the pandemonium lord
418149 | Zig:12   | Killed Eqadi the pandemonium lord
418150 | Zig:12   | Noticed Xowki the pandemonium lord
418151 | Zig:12   | Noticed Hotah the pandemonium lord
418151 | Zig:12   | Noticed Qicraope the pandemonium lord
418151 | Zig:12   | Noticed Hufunnysse the pandemonium lord
418151 | Zig:12   | Noticed Uhannaiq the pandemonium lord
418151 | Zig:12   | Noticed Ydokoamo the pandemonium lord
418151 | Zig:12   | Killed Ovvocecia the pandemonium lord
418151 | Zig:12   | Killed Mipnusac the pandemonium lord
418151 | Zig:12   | Killed Wengoxoj the pandemonium lord
418152 | Zig:12   | Noticed Lam Esm the pandemonium lord
418153 | Zig:12   | Noticed Newai the pandemonium lord
418153 | Zig:12   | Noticed Ashosas the pandemonium lord
418154 | Zig:12   | Killed Xowki the pandemonium lord
418154 | Zig:12   | Killed Momyetao the pandemonium lord
418155 | Zig:12   | Noticed Jibiske the pandemonium lord
418156 | Zig:12   | Noticed Detwusyne the pandemonium lord
418156 | Zig:12   | Killed Suqaismet the pandemonium lord
418156 | Zig:12   | Killed Joptua the pandemonium lord
418156 | Zig:12   | Killed Tiokk the pandemonium lord
418156 | Zig:12   | Killed Voli the pandemonium lord
418157 | Zig:12   | Noticed Facw the pandemonium lord
418157 | Zig:12   | Killed Gozxo the pandemonium lord
418157 | Zig:12   | Killed Detwusyne the pandemonium lord
418158 | Zig:12   | Killed Lam Esm the pandemonium lord
418159 | Zig:12   | Noticed Plog the pandemonium lord
418159 | Zig:12   | Noticed Cisim the pandemonium lord
418159 | Zig:12   | Killed Wytuch the pandemonium lord
418159 | Zig:12   | Killed Biohusha the pandemonium lord
418160 | Zig:12   | Noticed Geam Siph the pandemonium lord
418161 | Zig:12   | Noticed Racywku the pandemonium lord
418161 | Zig:12   | Noticed Egairuli the pandemonium lord
418161 | Zig:12   | Killed Jibiske the pandemonium lord
418162 | Zig:12   | Noticed Omuo the pandemonium lord
418162 | Zig:12   | Noticed Joman the pandemonium lord
418162 | Zig:12   | Killed Cisim the pandemonium lord
418163 | Zig:12   | Noticed Caonaost the pandemonium lord
418163 | Zig:12   | Noticed Ijebb the pandemonium lord
418163 | Zig:12   | Noticed Rypoen the pandemonium lord
418163 | Zig:12   | Killed Ydokoamo the pandemonium lord
418163 | Zig:12   | Killed Oshrezisech the pandemonium lord
418163 | Zig:12   | Killed Hufunnysse the pandemonium lord
418163 | Zig:12   | Killed Newai the pandemonium lord
418163 | Zig:12   | Killed Uhannaiq the pandemonium lord
418164 | Zig:12   | Noticed Xelip the pandemonium lord
418164 | Zig:12   | Noticed Nouvoax the pandemonium lord
418165 | Zig:12   | Noticed Ysuuworch the pandemonium lord
418165 | Zig:12   | Killed Duur the pandemonium lord
418167 | Zig:12   | Killed Joman the pandemonium lord
418167 | Zig:12   | Killed Utemuve the pandemonium lord
418167 | Zig:12   | Killed Rypoen the pandemonium lord
418167 | Zig:12   | Killed Hotah the pandemonium lord
418168 | Zig:12   | Noticed Xiemoqiept the pandemonium lord
418168 | Zig:12   | Killed Omuo the pandemonium lord
418168 | Zig:12   | Killed Racywku the pandemonium lord
418169 | Zig:12   | Noticed Myp Feig the pandemonium lord
418169 | Zig:12   | Noticed Owyrunoi the pandemonium lord
418169 | Zig:12   | Killed Egairuli the pandemonium lord
418169 | Zig:12   | Killed Plog the pandemonium lord
418169 | Zig:12   | Killed Ijebb the pandemonium lord
418169 | Zig:12   | Killed Ashosas the pandemonium lord
418170 | Zig:12   | Noticed Hov Mulu the pandemonium lord
418170 | Zig:12   | Noticed Voeghies the pandemonium lord
418170 | Zig:12   | Noticed Enoyteyxt the pandemonium lord
418170 | Zig:12   | Killed Xelip the pandemonium lord
418170 | Zig:12   | Killed Tageceda the pandemonium lord
418170 | Zig:12   | Killed Nouvoax the pandemonium lord
418170 | Zig:12   | Killed Qicraope the pandemonium lord
418171 | Zig:12   | Noticed Kasyhamp the pandemonium lord
418171 | Zig:12   | Noticed Xoithots the pandemonium lord
418171 | Zig:12   | Noticed Wiehil the pandemonium lord
418171 | Zig:12   | Noticed Qiegiqam the pandemonium lord
418171 | Zig:12   | Killed Geam Siph the pandemonium lord
418171 | Zig:12   | Killed Caonaost the pandemonium lord
418171 | Zig:12   | Killed Ysuuworch the pandemonium lord
418171 | Zig:12   | Killed Wiehil the pandemonium lord
418171 | Zig:12   | Killed Bidost the pandemonium lord
418171 | Zig:12   | Killed Owyrunoi the pandemonium lord
418172 | Zig:12   | Noticed Haosis the pandemonium lord
418172 | Zig:12   | Noticed Rihauraf the pandemonium lord
418174 | Zig:12   | Noticed Reiley the pandemonium lord
418174 | Zig:12   | Noticed Iplomoli the pandemonium lord
418175 | Zig:12   | Noticed Sir Toroorph the pandemonium lord
418175 | Zig:12   | Noticed Itsenitomu the pandemonium lord
418175 | Zig:12   | Noticed Quiph the pandemonium lord
418175 | Zig:12   | Killed Hov Mulu the pandemonium lord
418175 | Zig:12   | Killed Enoyteyxt the pandemonium lord
418176 | Zig:12   | Noticed Obbe Wow the pandemonium lord
418176 | Zig:12   | Noticed Furgh the pandemonium lord
418177 | Zig:12   | Noticed Vyowuh the pandemonium lord
418177 | Zig:12   | Noticed Loij the pandemonium lord
418178 | Zig:12   | Noticed Puruot the pandemonium lord
418178 | Zig:12   | Killed Myp Feig the pandemonium lord
418178 | Zig:12   | Killed Qiegiqam the pandemonium lord
418178 | Zig:12   | Killed Furgh the pandemonium lord
418180 | Zig:12   | Noticed Zurghodd the pandemonium lord
418180 | Zig:12   | Noticed Emeci Urye the pandemonium lord
418182 | Zig:12   | Noticed Ynacibiu the pandemonium lord
418182 | Zig:12   | Killed Sir Toroorph the pandemonium lord
418183 | Zig:12   | Noticed Eclosu the pandemonium lord
418183 | Zig:12   | Noticed Jelemir the pandemonium lord
418183 | Zig:12   | Noticed Haux Geturch the pandemonium lord
418183 | Zig:12   | Noticed Dyjop the pandemonium lord
418183 | Zig:12   | Noticed Repp the pandemonium lord
418183 | Zig:12   | Noticed Reul the pandemonium lord
418190 | Zig:12   | Killed Reul the pandemonium lord
418190 | Zig:12   | Killed Eclosu the pandemonium lord
418193 | Zig:12   | Killed Dyjop the pandemonium lord
418194 | Zig:12   | Noticed Noge the pandemonium lord
418194 | Zig:12   | Noticed Plog the pandemonium lord
418194 | Zig:12   | Killed Saptelut the pandemonium lord
418194 | Zig:12   | Killed Reixtoc the pandemonium lord
418194 | Zig:12   | Killed Repp the pandemonium lord
418197 | Zig:12   | Killed Noge the pandemonium lord
418197 | Zig:12   | Killed Facw the pandemonium lord
418198 | Zig:12   | Noticed Poxke the pandemonium lord
418198 | Zig:12   | Killed Poxke the pandemonium lord
418201 | Zig:12   | Killed Haosis the pandemonium lord
418201 | Zig:12   | Killed Rihauraf the pandemonium lord
418201 | Zig:12   | Killed Vyowuh the pandemonium lord
418201 | Zig:12   | Killed Jelemir the pandemonium lord
418201 | Zig:12   | Killed Puruot the pandemonium lord
418207 | Zig:12   | Killed Reiley the pandemonium lord
418208 | Zig:12   | Killed Plog the pandemonium lord
418214 | Zig:12   | Killed Ynacibiu the pandemonium lord
418216 | Zig:12   | Noticed Riuwn the pandemonium lord
418218 | Zig:12   | Noticed Wuecweusk the pandemonium lord
418227 | Zig:12   | Killed Quiph the pandemonium lord
418230 | Zig:12   | Killed Wuecweusk the pandemonium lord
418231 | Zig:12   | Killed Voeghies the pandemonium lord
418231 | Zig:12   | Killed Obbe Wow the pandemonium lord
418232 | Zig:12   | Killed Kasyhamp the pandemonium lord
418232 | Zig:12   | Killed Loij the pandemonium lord
418233 | Zig:12   | Noticed Biese the pandemonium lord
418233 | Zig:12   | Killed Riuwn the pandemonium lord
418237 | Zig:12   | Killed Iplomoli the pandemonium lord
418242 | Zig:12   | Killed Zurghodd the pandemonium lord
418243 | Zig:12   | Killed Emeci Urye the pandemonium lord
418243 | Zig:12   | Killed Biese the pandemonium lord
418247 | Zig:12   | Killed Xoithots the pandemonium lord
418254 | Zig:12   | Killed Xiemoqiept the pandemonium lord
418260 | Zig:12   | Noticed Lula the pandemonium lord
418267 | Zig:12   | Killed Lula the pandemonium lord
418268 | Zig:12   | Cast into level 4 of the Abyss (Itsenitomu)
418269 | Abyss:4  | Found a corrupted altar of Lugonu.
418309 | Zig:12   | Escaped the Abyss
418311 | Zig:12   | Killed Haux Geturch the pandemonium lord
418312 | Zig:12   | Killed Itsenitomu the pandemonium lord
418367 | Zig:12   | Got a slimy copper ring
418369 | Zig:12   | Identified the ring of Suspicion {rN+ Int+4 Dex+4} (You found it on level 12 of a ziggurat)
418382 | Zig:12   | Got a vibrating granite ring
418383 | Zig:12   | Identified the ring of Imiharem {Str+3 Int+3 Dex+6} (You found it on level 12 of a ziggurat)
418473 | Zig:13   | Entered Level 13 of a ziggurat
418560 | Zig:13   | Got a translucent glass ring
418562 | Zig:13   | Identified the ring of Ripadgh {rElec MR+ Str+3} (You found it on level 13 of a ziggurat)
418573 | Zig:13   | Got a twitching amber ring
418701 | Zig:14   | Entered Level 14 of a ziggurat
418785 | Zig:14   | Got a warped granite ring
418787 | Zig:14   | Identified the ring "Kaymnoeth" {rF+ MR+ Str+2} (You found it on level 14 of a ziggurat)
418790 | Zig:14   | Identified the ring "Aghasa" {rF+ Dex+4} (You found it on level 11 of a ziggurat)
418793 | Zig:14   | Identified the ring of Bivime {*Tele rF+ rC+} (You found it on level 13 of a ziggurat)
418797 | Zig:14   | Got a vibrating silver ring
418798 | Zig:14   | Identified the ring of Grace {rF+ rN+ Int+2} (You found it on level 14 of a ziggurat)
418949 | Zig:15   | Entered Level 15 of a ziggurat
418949 | Zig:15   | Noticed an ancient lich
418949 | Zig:15   | Noticed an ancient lich
418949 | Zig:15   | Noticed an ancient lich
418949 | Zig:15   | Noticed an ancient lich
418949 | Zig:15   | Noticed an ancient lich
418949 | Zig:15   | Noticed an ancient lich
418949 | Zig:15   | Noticed an ancient lich
418949 | Zig:15   | Noticed an ancient lich
418949 | Zig:15   | Noticed an ancient lich
418949 | Zig:15   | Noticed an ancient lich
418950 | Zig:15   | Killed an ancient lich
418950 | Zig:15   | Killed an ancient lich
418950 | Zig:15   | Killed an ancient lich
418950 | Zig:15   | Killed an ancient lich
418950 | Zig:15   | Killed an ancient lich
418950 | Zig:15   | Killed an ancient lich
418950 | Zig:15   | Killed an ancient lich
418950 | Zig:15   | Killed an ancient lich
418951 | Zig:15   | Noticed an ancient lich
418951 | Zig:15   | Killed an ancient lich
418951 | Zig:15   | Killed an ancient lich
418952 | Zig:15   | Noticed an ancient lich
418952 | Zig:15   | Noticed an ancient lich
418953 | Zig:15   | Noticed an ancient lich
418953 | Zig:15   | Noticed an ancient lich
418954 | Zig:15   | Noticed an ancient lich
418955 | Zig:15   | Noticed an ancient lich
418955 | Zig:15   | Noticed an ancient lich
418955 | Zig:15   | Noticed an ancient lich
418956 | Zig:15   | Noticed an ancient lich
418956 | Zig:15   | Noticed an ancient lich
418956 | Zig:15   | Killed an ancient lich
418957 | Zig:15   | Noticed an ancient lich
418957 | Zig:15   | Killed an ancient lich
418957 | Zig:15   | Killed an ancient lich
418958 | Zig:15   | Noticed an ancient lich
418958 | Zig:15   | Noticed an ancient lich
418958 | Zig:15   | Noticed an ancient lich
418958 | Zig:15   | Noticed an ancient lich
418958 | Zig:15   | Noticed an ancient lich
418959 | Zig:15   | Noticed an ancient lich
418959 | Zig:15   | Noticed an ancient lich
418959 | Zig:15   | Noticed an ancient lich
418960 | Zig:15   | Noticed an ancient lich
418960 | Zig:15   | Killed an ancient lich
418960 | Zig:15   | Killed an ancient lich
418960 | Zig:15   | Killed an ancient lich
418960 | Zig:15   | Killed an ancient lich
418960 | Zig:15   | Killed an ancient lich
418960 | Zig:15   | Killed an ancient lich
418960 | Zig:15   | Killed an ancient lich
418960 | Zig:15   | Killed an ancient lich
418960 | Zig:15   | Killed an ancient lich
418960 | Zig:15   | Killed an ancient lich
418960 | Zig:15   | Killed an ancient lich
418960 | Zig:15   | Killed an ancient lich
418960 | Zig:15   | Killed an ancient lich
418960 | Zig:15   | Killed an ancient lich
418961 | Zig:15   | Noticed an ancient lich
418961 | Zig:15   | Noticed an ancient lich
418961 | Zig:15   | Noticed an ancient lich
418961 | Zig:15   | Noticed an ancient lich
418962 | Zig:15   | Noticed an ancient lich
418962 | Zig:15   | Killed an ancient lich
418962 | Zig:15   | Killed an ancient lich
418962 | Zig:15   | Killed an ancient lich
418962 | Zig:15   | Killed an ancient lich
418962 | Zig:15   | Killed an ancient lich
418962 | Zig:15   | Killed an ancient lich
418962 | Zig:15   | Killed an ancient lich
418962 | Zig:15   | Killed an ancient lich
418963 | Zig:15   | Noticed an ancient lich
418966 | Zig:15   | Noticed an ancient lich
418966 | Zig:15   | Noticed an ancient lich
418966 | Zig:15   | Noticed an ancient lich
418966 | Zig:15   | Killed an ancient lich
418967 | Zig:15   | Noticed an ancient lich
418967 | Zig:15   | Killed an ancient lich
418967 | Zig:15   | Killed an ancient lich
418968 | Zig:15   | Noticed an ancient lich
418968 | Zig:15   | Noticed an ancient lich
418968 | Zig:15   | Noticed an ancient lich
418968 | Zig:15   | Noticed an ancient lich
418968 | Zig:15   | Noticed an ancient lich
418968 | Zig:15   | Noticed an ancient lich
418968 | Zig:15   | Noticed an ancient lich
418968 | Zig:15   | Killed an ancient lich
418968 | Zig:15   | Killed an ancient lich
418969 | Zig:15   | Noticed an ancient lich
418969 | Zig:15   | Noticed an ancient lich
418969 | Zig:15   | Noticed an ancient lich
418969 | Zig:15   | Noticed an ancient lich
418969 | Zig:15   | Noticed an ancient lich
418969 | Zig:15   | Noticed an ancient lich
418969 | Zig:15   | Noticed an ancient lich
418969 | Zig:15   | Noticed an ancient lich
418969 | Zig:15   | Noticed an ancient lich
418969 | Zig:15   | Noticed an ancient lich
418970 | Zig:15   | Noticed an ancient lich
418970 | Zig:15   | Noticed an ancient lich
418970 | Zig:15   | Noticed an ancient lich
418970 | Zig:15   | Noticed an ancient lich
418970 | Zig:15   | Noticed an ancient lich
418970 | Zig:15   | Noticed an ancient lich
418970 | Zig:15   | Noticed an ancient lich
418971 | Zig:15   | Noticed an ancient lich
418971 | Zig:15   | Noticed an ancient lich
418971 | Zig:15   | Noticed an ancient lich
418971 | Zig:15   | Killed an ancient lich
418971 | Zig:15   | Killed an ancient lich
418971 | Zig:15   | Killed an ancient lich
418971 | Zig:15   | Killed an ancient lich
418971 | Zig:15   | Killed an ancient lich
418971 | Zig:15   | Killed an ancient lich
418971 | Zig:15   | Killed an ancient lich
418971 | Zig:15   | Killed an ancient lich
418971 | Zig:15   | Killed an ancient lich
418971 | Zig:15   | Killed an ancient lich
418971 | Zig:15   | Killed an ancient lich
418971 | Zig:15   | Killed an ancient lich
418971 | Zig:15   | Killed an ancient lich
418971 | Zig:15   | Killed an ancient lich
418972 | Zig:15   | Noticed an ancient lich
418972 | Zig:15   | Noticed an ancient lich
418972 | Zig:15   | Killed an ancient lich
418972 | Zig:15   | Killed an ancient lich
418972 | Zig:15   | Killed an ancient lich
418972 | Zig:15   | Killed an ancient lich
418972 | Zig:15   | Killed an ancient lich
418972 | Zig:15   | Killed an ancient lich
418972 | Zig:15   | Killed an ancient lich
418972 | Zig:15   | Killed an ancient lich
418972 | Zig:15   | Killed an ancient lich
418972 | Zig:15   | Killed an ancient lich
418972 | Zig:15   | Killed an ancient lich
418972 | Zig:15   | Killed an ancient lich
418972 | Zig:15   | Killed an ancient lich
418972 | Zig:15   | Killed an ancient lich
418972 | Zig:15   | Killed an ancient lich
418972 | Zig:15   | Killed an ancient lich
418974 | Zig:15   | Noticed an ancient lich
418976 | Zig:15   | Noticed an ancient lich
418977 | Zig:15   | Noticed an ancient lich
418978 | Zig:15   | Killed an ancient lich
418978 | Zig:15   | Killed an ancient lich
418979 | Zig:15   | Noticed an ancient lich
418981 | Zig:15   | Killed an ancient lich
418981 | Zig:15   | Killed an ancient lich
419109 | Zig:15   | Got a scorched turquoise ring
419111 | Zig:15   | Identified the ring "Cajyen" {Fire rElec Int+4} (You found it on level 15 of a ziggurat)
419119 | Zig:15   | Got a coiled ivory ring
419120 | Zig:15   | Identified the ring "Kemitzyn" {rF+++ MP+9 Dex-4 SInv Stlth-} (You found it on level 15 of a ziggurat)
419124 | Zig:15   | Got a brightly glowing graven amulet
419126 | Zig:15   | Identified the amulet "Ackodur" {+Rage Str+4} (You found it on level 15 of a ziggurat)
419130 | Zig:15   | Got a bound tin ring
419131 | Zig:15   | Identified the ring of Fajav Hus {rCorr rElec Str+10 Slay-3} (You found it on level 15 of a ziggurat)
419137 | Zig:15   | Got a sparkling brass ring
419139 | Zig:15   | Identified the ring "Omagoh" {*Drain rN++ AC+1 Int+7} (You found it on level 15 of a ziggurat)
419206 | Zig:16   | Entered Level 16 of a ziggurat
419206 | Zig:16   | Noticed a juggernaut
419206 | Zig:16   | Noticed a juggernaut
419206 | Zig:16   | Noticed a juggernaut
419206 | Zig:16   | Noticed a juggernaut
419206 | Zig:16   | Noticed a juggernaut
419206 | Zig:16   | Noticed a juggernaut
419206 | Zig:16   | Noticed a juggernaut
419206 | Zig:16   | Noticed a juggernaut
419206 | Zig:16   | Noticed a juggernaut
419206 | Zig:16   | Noticed a juggernaut
419206 | Zig:16   | Noticed a juggernaut
419206 | Zig:16   | Noticed a juggernaut
419206 | Zig:16   | Noticed a juggernaut
419206 | Zig:16   | Noticed a juggernaut
419206 | Zig:16   | Noticed a juggernaut
419206 | Zig:16   | Noticed a juggernaut
419206 | Zig:16   | Noticed a juggernaut
419206 | Zig:16   | Noticed a juggernaut
419206 | Zig:16   | Noticed a juggernaut
419206 | Zig:16   | Noticed a juggernaut
419206 | Zig:16   | Noticed a juggernaut
419209 | Zig:16   | Noticed a juggernaut
419209 | Zig:16   | Noticed a juggernaut
419211 | Zig:16   | Noticed a juggernaut
419211 | Zig:16   | Noticed a juggernaut
419217 | Zig:16   | Noticed a juggernaut
419218 | Zig:16   | Killed a juggernaut
419218 | Zig:16   | Killed a juggernaut
419218 | Zig:16   | Killed a juggernaut
419218 | Zig:16   | Killed a juggernaut
419218 | Zig:16   | Killed a juggernaut
419218 | Zig:16   | Killed a juggernaut
419218 | Zig:16   | Killed a juggernaut
419218 | Zig:16   | Killed a juggernaut
419218 | Zig:16   | Killed a juggernaut
419218 | Zig:16   | Killed a juggernaut
419218 | Zig:16   | Killed a juggernaut
419218 | Zig:16   | Killed a juggernaut
419218 | Zig:16   | Killed a juggernaut
419218 | Zig:16   | Killed a juggernaut
419218 | Zig:16   | Killed a juggernaut
419218 | Zig:16   | Killed a juggernaut
419218 | Zig:16   | Killed a juggernaut
419218 | Zig:16   | Killed a juggernaut
419218 | Zig:16   | Killed a juggernaut
419218 | Zig:16   | Killed a juggernaut
419218 | Zig:16   | Killed a juggernaut
419218 | Zig:16   | Killed a juggernaut
419218 | Zig:16   | Killed a juggernaut
419218 | Zig:16   | Killed a juggernaut
419218 | Zig:16   | Killed a juggernaut
419218 | Zig:16   | Killed a juggernaut
419219 | Zig:16   | Noticed a juggernaut
419219 | Zig:16   | Noticed a juggernaut
419220 | Zig:16   | Noticed a juggernaut
419220 | Zig:16   | Noticed a juggernaut
419220 | Zig:16   | Noticed a juggernaut
419220 | Zig:16   | Noticed a juggernaut
419220 | Zig:16   | Noticed a juggernaut
419221 | Zig:16   | Noticed a juggernaut
419221 | Zig:16   | Noticed a juggernaut
419221 | Zig:16   | Noticed a juggernaut
419221 | Zig:16   | Noticed a juggernaut
419222 | Zig:16   | Noticed a juggernaut
419227 | Zig:16   | Noticed a juggernaut
419227 | Zig:16   | Noticed a juggernaut
419228 | Zig:16   | Noticed a juggernaut
419229 | Zig:16   | Killed a juggernaut
419229 | Zig:16   | Killed a juggernaut
419229 | Zig:16   | Killed a juggernaut
419229 | Zig:16   | Killed a juggernaut
419229 | Zig:16   | Killed a juggernaut
419229 | Zig:16   | Killed a juggernaut
419229 | Zig:16   | Killed a juggernaut
419229 | Zig:16   | Killed a juggernaut
419229 | Zig:16   | Killed a juggernaut
419229 | Zig:16   | Killed a juggernaut
419229 | Zig:16   | Killed a juggernaut
419229 | Zig:16   | Killed a juggernaut
419230 | Zig:16   | Noticed a juggernaut
419230 | Zig:16   | Noticed a juggernaut
419230 | Zig:16   | Noticed a juggernaut
419230 | Zig:16   | Noticed a juggernaut
419230 | Zig:16   | Noticed a juggernaut
419230 | Zig:16   | Noticed a juggernaut
419231 | Zig:16   | Noticed a juggernaut
419231 | Zig:16   | Noticed a juggernaut
419231 | Zig:16   | Noticed a juggernaut
419232 | Zig:16   | Noticed a juggernaut
419234 | Zig:16   | Noticed a juggernaut
419236 | Zig:16   | Noticed a juggernaut
419237 | Zig:16   | Killed a juggernaut
419237 | Zig:16   | Killed a juggernaut
419237 | Zig:16   | Killed a juggernaut
419237 | Zig:16   | Killed a juggernaut
419237 | Zig:16   | Killed a juggernaut
419237 | Zig:16   | Killed a juggernaut
419237 | Zig:16   | Killed a juggernaut
419237 | Zig:16   | Killed a juggernaut
419237 | Zig:16   | Killed a juggernaut
419237 | Zig:16   | Killed a juggernaut
419237 | Zig:16   | Killed a juggernaut
419237 | Zig:16   | Killed a juggernaut
419237 | Zig:16   | Killed a juggernaut
419237 | Zig:16   | Killed a juggernaut
419238 | Zig:16   | Noticed a juggernaut
419238 | Zig:16   | Noticed a juggernaut
419238 | Zig:16   | Noticed a juggernaut
419238 | Zig:16   | Noticed a juggernaut
419238 | Zig:16   | Noticed a juggernaut
419238 | Zig:16   | Noticed a juggernaut
419238 | Zig:16   | Noticed a juggernaut
419238 | Zig:16   | Noticed a juggernaut
419238 | Zig:16   | Noticed a juggernaut
419239 | Zig:16   | Noticed a juggernaut
419241 | Zig:16   | Noticed a juggernaut
419241 | Zig:16   | Noticed a juggernaut
419242 | Zig:16   | Noticed a juggernaut
419243 | Zig:16   | Killed a juggernaut
419245 | Zig:16   | Killed a juggernaut
419245 | Zig:16   | Killed a juggernaut
419245 | Zig:16   | Killed a juggernaut
419245 | Zig:16   | Killed a juggernaut
419245 | Zig:16   | Killed a juggernaut
419245 | Zig:16   | Killed a juggernaut
419245 | Zig:16   | Killed a juggernaut
419245 | Zig:16   | Killed a juggernaut
419245 | Zig:16   | Killed a juggernaut
419245 | Zig:16   | Killed a juggernaut
419245 | Zig:16   | Killed a juggernaut
419245 | Zig:16   | Killed a juggernaut
419246 | Zig:16   | Noticed a juggernaut
419246 | Zig:16   | Noticed a juggernaut
419246 | Zig:16   | Noticed a juggernaut
419246 | Zig:16   | Noticed a juggernaut
419246 | Zig:16   | Noticed a juggernaut
419246 | Zig:16   | Noticed a juggernaut
419246 | Zig:16   | Noticed a juggernaut
419246 | Zig:16   | Noticed a juggernaut
419247 | Zig:16   | Noticed a juggernaut
419247 | Zig:16   | Noticed a juggernaut
419247 | Zig:16   | Noticed a juggernaut
419254 | Zig:16   | Noticed a juggernaut
419256 | Zig:16   | Killed a juggernaut
419256 | Zig:16   | Killed a juggernaut
419256 | Zig:16   | Killed a juggernaut
419256 | Zig:16   | Killed a juggernaut
419256 | Zig:16   | Killed a juggernaut
419256 | Zig:16   | Killed a juggernaut
419256 | Zig:16   | Killed a juggernaut
419256 | Zig:16   | Killed a juggernaut
419256 | Zig:16   | Killed a juggernaut
419256 | Zig:16   | Killed a juggernaut
419256 | Zig:16   | Killed a juggernaut
419256 | Zig:16   | Killed a juggernaut
419257 | Zig:16   | Noticed a juggernaut
419257 | Zig:16   | Noticed a juggernaut
419257 | Zig:16   | Noticed a juggernaut
419257 | Zig:16   | Noticed a juggernaut
419258 | Zig:16   | Noticed a juggernaut
419261 | Zig:16   | Noticed a juggernaut
419268 | Zig:16   | Killed a juggernaut
419268 | Zig:16   | Killed a juggernaut
419268 | Zig:16   | Killed a juggernaut
419268 | Zig:16   | Killed a juggernaut
419268 | Zig:16   | Killed a juggernaut
419268 | Zig:16   | Killed a juggernaut
419268 | Zig:16   | Killed a juggernaut
419271 | Zig:16   | Noticed a juggernaut
419272 | Zig:16   | Noticed a juggernaut
419273 | Zig:16   | Noticed a juggernaut
419279 | Zig:16   | Killed a juggernaut
419279 | Zig:16   | Killed a juggernaut
419287 | Zig:16   | Killed a juggernaut
419312 | Zig:16   | Got a coiled copper ring
419314 | Zig:16   | Identified the ring of Xom's Flight of Fancy {Ice *Slow rPois MR+++ Int-3} (You found it on level 16 of a ziggurat)
419332 | Zig:16   | Got a warped copper ring
419333 | Zig:16   | Identified the ring "Pulioh" {rF- Int+10 Dex+4 Stlth-} (You found it on level 16 of a ziggurat)
419342 | Zig:16   | Got a crude golden ring
419344 | Zig:16   | Identified the ring "Vebempin" {rElec rPois rC++ Dex-4 SInv} (You found it on level 16 of a ziggurat)
419348 | Zig:16   | Got an ancient garnet amulet
419349 | Zig:16   | Identified the amulet of Lesser Demons {Spirit Str+3} (You found it on level 16 of a ziggurat)
419356 | Zig:16   | Got a serpentine gossamer ring
419357 | Zig:16   | Identified the ring of Contentment {*Contam rElec rF++ MR+ Str+2} (You found it on level 16 of a ziggurat)
419568 | Zig:16   | Identified the Disquisition on Fascination and Cold
419813 | Zig:17   | Entered Level 17 of a ziggurat
419910 | Zig:17   | Got a warped marble ring
419913 | Zig:17   | Identified the ring of Cunuo {Wiz rElec rN+} (You found it on level 17 of a ziggurat)
419935 | Zig:17   | Got a faintly glowing copper amulet
419936 | Zig:17   | Identified the amulet of the Serpent {rElec rPois rF- Regen+} (You found it on level 17 of a ziggurat)
420243 | Zig:18   | Entered Level 18 of a ziggurat
420293 | Zig:18   | Got a heavily runed iron ring
420295 | Zig:18   | Identified the ring "Heplue Kocwa" {MR+ MP+9} (You found it on level 18 of a ziggurat)
420300 | Zig:18   | Got a coiled bronze ring
420325 | Zig:18   | Identified the ring "Juj Dota" {rF+ EV+2} (You found it on level 18 of a ziggurat)
420432 | Zig:18   | Identified the Almanac of the Scarab
420463 | Zig:18   | Identified the +9 pearl dragon scales of Gallantry {*Slow rF+ rN+ rCorr Str+4} (You found it on level 18 of a ziggurat)
420483 | Zig:18   | Identified the Disquisition on Lightness
420500 | Zig:19   | Entered Level 19 of a ziggurat
420782 | Zig:20   | Entered Level 20 of a ziggurat
420873 | Zig:20   | Got a smoking platinum ring
420875 | Zig:20   | Identified the ring "Womuihaimp" {rC+ Str+6 Stlth+} (You found it on level 20 of a ziggurat)
420911 | Zig:20   | Got a flickering steel ring
420912 | Zig:20   | Identified the ring of Coronation {+Fly rElec} (You found it on level 20 of a ziggurat)
420916 | Zig:20   | Got a translucent silver ring
420917 | Zig:20   | Identified the ring of Darkness {rPois rC+ rN+ Dex+2 Stlth+} (You found it on level 20 of a ziggurat)
421140 | Zig:21   | Entered Level 21 of a ziggurat
421140 | Zig:21   | Noticed Cinweuz the pandemonium lord
421140 | Zig:21   | Noticed Jumel the pandemonium lord
421140 | Zig:21   | Noticed Rerisib the pandemonium lord
421140 | Zig:21   | Noticed Abaarhini the pandemonium lord
421140 | Zig:21   | Noticed Juroepp the pandemonium lord
421140 | Zig:21   | Noticed Iqouf the pandemonium lord
421140 | Zig:21   | Noticed Rinn the pandemonium lord
421140 | Zig:21   | Noticed Ibbaenea the pandemonium lord
421140 | Zig:21   | Noticed Fiaciqogh the pandemonium lord
421140 | Zig:21   | Noticed Qoux the pandemonium lord
421140 | Zig:21   | Noticed Buimuol the pandemonium lord
421140 | Zig:21   | Noticed Bankisus the pandemonium lord
421140 | Zig:21   | Noticed Caciuleh the pandemonium lord
421140 | Zig:21   | Noticed Ruhuom the pandemonium lord
421140 | Zig:21   | Noticed Sauhak Ywki the pandemonium lord
421140 | Zig:21   | Noticed Pufud the pandemonium lord
421142 | Zig:21   | Noticed Timofuat the pandemonium lord
421143 | Zig:21   | Noticed Heucap the pandemonium lord
421144 | Zig:21   | Noticed Etzuasku the pandemonium lord
421144 | Zig:21   | Noticed Oqosuy the pandemonium lord
421144 | Zig:21   | Noticed Wuewur the pandemonium lord
421145 | Zig:21   | Noticed Tanoathro the pandemonium lord
421145 | Zig:21   | Noticed Ryed the pandemonium lord
421146 | Zig:21   | Killed Timofuat the pandemonium lord
421146 | Zig:21   | Killed Ryed the pandemonium lord
421146 | Zig:21   | Killed Rerisib the pandemonium lord
421147 | Zig:21   | Noticed Uhaatat the pandemonium lord
421147 | Zig:21   | Noticed Qoz Ash the pandemonium lord
421147 | Zig:21   | Noticed Qokhlu Exail the pandemonium lord
421147 | Zig:21   | Noticed Qyroufed the pandemonium lord
421147 | Zig:21   | Killed Sauhak Ywki the pandemonium lord
421147 | Zig:21   | Killed Uhaatat the pandemonium lord
421147 | Zig:21   | Killed Wuewur the pandemonium lord
421147 | Zig:21   | Killed Ibbaenea the pandemonium lord
421147 | Zig:21   | Killed Qyroufed the pandemonium lord
421147 | Zig:21   | Killed Buimuol the pandemonium lord
421147 | Zig:21   | Killed Tanoathro the pandemonium lord
421148 | Zig:21   | Noticed Qoppiv the pandemonium lord
421148 | Zig:21   | Killed Fiaciqogh the pandemonium lord
421149 | Zig:21   | Noticed Wila the pandemonium lord
421149 | Zig:21   | Noticed Dakeig the pandemonium lord
421149 | Zig:21   | Noticed Did Abuon the pandemonium lord
421150 | Zig:21   | Noticed Noudgha the pandemonium lord
421150 | Zig:21   | Noticed Run Ako the pandemonium lord
421152 | Zig:21   | Noticed Gufukel the pandemonium lord
421152 | Zig:21   | Noticed Fidufue the pandemonium lord
421153 | Zig:21   | Noticed Xailloc the pandemonium lord
421153 | Zig:21   | Noticed Cogies the pandemonium lord
421154 | Zig:21   | Noticed Zuar the pandemonium lord
421156 | Zig:21   | Killed Qoppiv the pandemonium lord
421159 | Zig:21   | Killed Gufukel the pandemonium lord
421161 | Zig:21   | Noticed Qocosas the pandemonium lord
421161 | Zig:21   | Noticed Matusuuc the pandemonium lord
421161 | Zig:21   | Killed Caciuleh the pandemonium lord
421162 | Zig:21   | Noticed Ecvealaw the pandemonium lord
421162 | Zig:21   | Noticed Tumium the pandemonium lord
421164 | Zig:21   | Noticed Domna the pandemonium lord
421164 | Zig:21   | Killed Fidufue the pandemonium lord
421166 | Zig:21   | Killed Xailloc the pandemonium lord
421168 | Zig:21   | Noticed Deggoppis the pandemonium lord
421168 | Zig:21   | Noticed Vizofaypn the pandemonium lord
421171 | Zig:21   | Killed Ecvealaw the pandemonium lord
421172 | Zig:21   | Killed Cogies the pandemonium lord
421172 | Zig:21   | Killed Did Abuon the pandemonium lord
421172 | Zig:21   | Killed Tumium the pandemonium lord
421173 | Zig:21   | Noticed Moyl the pandemonium lord
421174 | Zig:21   | Noticed Gutieg the pandemonium lord
421174 | Zig:21   | Noticed Naeh the pandemonium lord
421174 | Zig:21   | Killed Pufud the pandemonium lord
421174 | Zig:21   | Killed Juroepp the pandemonium lord
421174 | Zig:21   | Killed Iqouf the pandemonium lord
421174 | Zig:21   | Killed Qokhlu Exail the pandemonium lord
421176 | Zig:21   | Noticed Ukhliar the pandemonium lord
421176 | Zig:21   | Killed Qoux the pandemonium lord
421176 | Zig:21   | Killed Ruhuom the pandemonium lord
421177 | Zig:21   | Noticed Bussayn the pandemonium lord
421177 | Zig:21   | Noticed Hatecimy the pandemonium lord
421177 | Zig:21   | Noticed Keme Hilanu the pandemonium lord
421177 | Zig:21   | Killed Bankisus the pandemonium lord
421177 | Zig:21   | Killed Run Ako the pandemonium lord
421177 | Zig:21   | Killed Etzuasku the pandemonium lord
421177 | Zig:21   | Killed Heucap the pandemonium lord
421178 | Zig:21   | Noticed Inwaweutz the pandemonium lord
421178 | Zig:21   | Killed Abaarhini the pandemonium lord
421178 | Zig:21   | Killed Qoz Ash the pandemonium lord
421178 | Zig:21   | Killed Cinweuz the pandemonium lord
421178 | Zig:21   | Killed Domna the pandemonium lord
421178 | Zig:21   | Killed Deggoppis the pandemonium lord
421178 | Zig:21   | Killed Ukhliar the pandemonium lord
421179 | Zig:21   | Noticed Eroant the pandemonium lord
421179 | Zig:21   | Noticed Geqaoqoh the pandemonium lord
421179 | Zig:21   | Killed Zuar the pandemonium lord
421179 | Zig:21   | Killed Qocosas the pandemonium lord
421179 | Zig:21   | Killed Moyl the pandemonium lord
421179 | Zig:21   | Killed Rinn the pandemonium lord
421180 | Zig:21   | Noticed Xuf Buar the pandemonium lord
421180 | Zig:21   | Noticed Rumodgh the pandemonium lord
421180 | Zig:21   | Noticed Coisacsouza the pandemonium lord
421180 | Zig:21   | Noticed Routweseaj the pandemonium lord
421180 | Zig:21   | Killed Dakeig the pandemonium lord
421180 | Zig:21   | Killed Inwaweutz the pandemonium lord
421180 | Zig:21   | Killed Jumel the pandemonium lord
421180 | Zig:21   | Killed Naeh the pandemonium lord
421180 | Zig:21   | Killed Wila the pandemonium lord
421180 | Zig:21   | Killed Vizofaypn the pandemonium lord
421181 | Zig:21   | Noticed Ydav Yroron the pandemonium lord
421181 | Zig:21   | Noticed Hahunofa the pandemonium lord
421181 | Zig:21   | Noticed Ymipsyo the pandemonium lord
421182 | Zig:21   | Noticed Dereruh the pandemonium lord
421182 | Zig:21   | Noticed Saamett the pandemonium lord
421183 | Zig:21   | Noticed Iwoeph the pandemonium lord
421183 | Zig:21   | Noticed Cerufrua the pandemonium lord
421183 | Zig:21   | Noticed Zejufan the pandemonium lord
421183 | Zig:21   | Noticed Qiedaer the pandemonium lord
421184 | Zig:21   | Noticed Woemaed the pandemonium lord
421184 | Zig:21   | Noticed Woicwic the pandemonium lord
421185 | Zig:21   | Noticed Guilux the pandemonium lord
421185 | Zig:21   | Noticed Dots the pandemonium lord
421186 | Zig:21   | Noticed Yxkukhleu the pandemonium lord
421186 | Zig:21   | Noticed Onuesegg the pandemonium lord
421187 | Zig:21   | Killed Ymipsyo the pandemonium lord
421187 | Zig:21   | Killed Cerufrua the pandemonium lord
421187 | Zig:21   | Killed Hatecimy the pandemonium lord
421187 | Zig:21   | Killed Cetohiac the pandemonium lord
421187 | Zig:21   | Killed Guilux the pandemonium lord
421187 | Zig:21   | Killed Meaza Ysa the pandemonium lord
421187 | Zig:21   | Killed Oqosuy the pandemonium lord
421187 | Zig:21   | Killed Feneti the pandemonium lord
421188 | Zig:21   | Noticed Hadatt the pandemonium lord
421188 | Zig:21   | Noticed Cega the pandemonium lord
421188 | Zig:21   | Noticed Heneiga the pandemonium lord
421188 | Zig:21   | Killed Matusuuc the pandemonium lord
421189 | Zig:21   | Noticed Rosuf the pandemonium lord
421190 | Zig:21   | Noticed Xot Obb the pandemonium lord
421190 | Zig:21   | Killed Hadatt the pandemonium lord
421190 | Zig:21   | Killed Eroant the pandemonium lord
421190 | Zig:21   | Killed Coisacsouza the pandemonium lord
421190 | Zig:21   | Killed Qiedaer the pandemonium lord
421190 | Zig:21   | Killed Routweseaj the pandemonium lord
421190 | Zig:21   | Killed Amyshuoh the pandemonium lord
421190 | Zig:21   | Killed Bussayn the pandemonium lord
421190 | Zig:21   | Killed Geqaoqoh the pandemonium lord
421191 | Zig:21   | Noticed Liocac the pandemonium lord
421192 | Zig:21   | Noticed Zytisch the pandemonium lord
421192 | Zig:21   | Killed Heneiga the pandemonium lord
421192 | Zig:21   | Killed Keme Hilanu the pandemonium lord
421192 | Zig:21   | Killed Yxkukhleu the pandemonium lord
421192 | Zig:21   | Killed Dereruh the pandemonium lord
421192 | Zig:21   | Killed Woemaed the pandemonium lord
421192 | Zig:21   | Killed Ydav Yroron the pandemonium lord
421192 | Zig:21   | Killed Noudgha the pandemonium lord
421193 | Zig:21   | Killed Onuesegg the pandemonium lord
421194 | Zig:21   | Noticed Erghu the pandemonium lord
421194 | Zig:21   | Killed Xot Obb the pandemonium lord
421194 | Zig:21   | Killed Gutieg the pandemonium lord
421196 | Zig:21   | Noticed Usoheh the pandemonium lord
421197 | Zig:21   | Noticed Fastiwagu the pandemonium lord
421197 | Zig:21   | Noticed Tuwenam the pandemonium lord
421197 | Zig:21   | Killed Tuwenam the pandemonium lord
421197 | Zig:21   | Killed Kucig the pandemonium lord
421198 | Zig:21   | Noticed Zinum the pandemonium lord
421199 | Zig:21   | Noticed Alazxuurr the pandemonium lord
421199 | Zig:21   | Noticed Wotwekle the pandemonium lord
421199 | Zig:21   | Noticed Zumnod the pandemonium lord
421199 | Zig:21   | Killed Xuf Buar the pandemonium lord
421199 | Zig:21   | Killed Woicwic the pandemonium lord
421200 | Zig:21   | Noticed Ivvusurph the pandemonium lord
421200 | Zig:21   | Noticed Soibber the pandemonium lord
421200 | Zig:21   | Killed Rosuf the pandemonium lord
421200 | Zig:21   | Killed Liocac the pandemonium lord
421201 | Zig:21   | Noticed Naipt the pandemonium lord
421201 | Zig:21   | Killed Ivvusurph the pandemonium lord
421201 | Zig:21   | Killed Fastiwagu the pandemonium lord
421201 | Zig:21   | Killed Iwoeph the pandemonium lord
421201 | Zig:21   | Killed Icuonoji the pandemonium lord
421201 | Zig:21   | Killed Zinum the pandemonium lord
421202 | Zig:21   | Noticed Gibur the pandemonium lord
421202 | Zig:21   | Killed Cega the pandemonium lord
421203 | Zig:21   | Noticed Lueg the pandemonium lord
421203 | Zig:21   | Noticed Enliohontu the pandemonium lord
421203 | Zig:21   | Noticed Emuxil the pandemonium lord
421203 | Zig:21   | Killed Rumodgh the pandemonium lord
421203 | Zig:21   | Killed Zytisch the pandemonium lord
421203 | Zig:21   | Killed Alazxuurr the pandemonium lord
421203 | Zig:21   | Killed Hahunofa the pandemonium lord
421203 | Zig:21   | Killed Naipt the pandemonium lord
421203 | Zig:21   | Killed Zejufan the pandemonium lord
421203 | Zig:21   | Killed Saamett the pandemonium lord
421204 | Zig:21   | Noticed Gibouw the pandemonium lord
421204 | Zig:21   | Noticed Zutwa the pandemonium lord
421204 | Zig:21   | Noticed Sylyzon the pandemonium lord
421204 | Zig:21   | Killed Zutwa the pandemonium lord
421204 | Zig:21   | Killed Erghu the pandemonium lord
421205 | Zig:21   | Noticed Lisaiwerph the pandemonium lord
421206 | Zig:21   | Noticed Voskouc the pandemonium lord
421206 | Zig:21   | Killed Emuxil the pandemonium lord
421206 | Zig:21   | Killed Zumnod the pandemonium lord
421207 | Zig:21   | Noticed Kiamuere the pandemonium lord
421207 | Zig:21   | Noticed Wogean the pandemonium lord
421207 | Zig:21   | Killed Soibber the pandemonium lord
421207 | Zig:21   | Killed Lisaiwerph the pandemonium lord
421207 | Zig:21   | Killed Sylyzon the pandemonium lord
421207 | Zig:21   | Killed Kiamuere the pandemonium lord
421208 | Zig:21   | Noticed Kaentan the pandemonium lord
421208 | Zig:21   | Noticed Tuedairu the pandemonium lord
421209 | Zig:21   | Noticed Urataraa the pandemonium lord
421209 | Zig:21   | Noticed Beirr the pandemonium lord
421210 | Zig:21   | Noticed Kuhaagim the pandemonium lord
421210 | Zig:21   | Noticed Bih Haer the pandemonium lord
421211 | Zig:21   | Killed Tuedairu the pandemonium lord
421212 | Zig:21   | Noticed Ygullit the pandemonium lord
421212 | Zig:21   | Killed Wogean the pandemonium lord
421214 | Zig:21   | Noticed Ribleed the pandemonium lord
421214 | Zig:21   | Noticed Suan the pandemonium lord
421214 | Zig:21   | Noticed Baraghuo the pandemonium lord
421215 | Zig:21   | Noticed Talihes the pandemonium lord
421215 | Zig:21   | Noticed Voafaxav the pandemonium lord
421215 | Zig:21   | Noticed Ronwogot the pandemonium lord
421215 | Zig:21   | Killed Wotwekle the pandemonium lord
421216 | Zig:21   | Noticed Gississ the pandemonium lord
421216 | Zig:21   | Killed Voskouc the pandemonium lord
421217 | Zig:21   | Noticed Hasuaschy the pandemonium lord
421218 | Zig:21   | Noticed Nonuimoxt the pandemonium lord
421218 | Zig:21   | Killed Voafaxav the pandemonium lord
421218 | Zig:21   | Killed Dots the pandemonium lord
421219 | Zig:21   | Noticed Esma the pandemonium lord
421219 | Zig:21   | Noticed Tyap the pandemonium lord
421219 | Zig:21   | Noticed Qaic the pandemonium lord
421219 | Zig:21   | Noticed Tubokit the pandemonium lord
421219 | Zig:21   | Killed Bih Haer the pandemonium lord
421219 | Zig:21   | Killed Gibouw the pandemonium lord
421219 | Zig:21   | Killed Wocanaen the pandemonium lord
421219 | Zig:21   | Killed Kuhaagim the pandemonium lord
421219 | Zig:21   | Killed Tyap the pandemonium lord
421219 | Zig:21   | Killed Hocim the pandemonium lord
421220 | Zig:21   | Noticed Dupp the pandemonium lord
421221 | Zig:21   | Killed Tubokit the pandemonium lord
421221 | Zig:21   | Killed Enliohontu the pandemonium lord
421221 | Zig:21   | Killed Plog the pandemonium lord
421222 | Zig:21   | Noticed Xywoh the pandemonium lord
421222 | Zig:21   | Noticed Huepes the pandemonium lord
421222 | Zig:21   | Noticed Bugun the pandemonium lord
421223 | Zig:21   | Noticed Ferawn the pandemonium lord
421223 | Zig:21   | Noticed Giuhewk the pandemonium lord
421224 | Zig:21   | Killed Bugun the pandemonium lord
421224 | Zig:21   | Killed Ygullit the pandemonium lord
421224 | Zig:21   | Killed Usoheh the pandemonium lord
421224 | Zig:21   | Killed Meonur the pandemonium lord
421225 | Zig:21   | Noticed Dusaeke the pandemonium lord
421225 | Zig:21   | Noticed Summorev the pandemonium lord
421225 | Zig:21   | Noticed Onoogaj the pandemonium lord
421225 | Zig:21   | Killed Gibur the pandemonium lord
421226 | Zig:21   | Noticed Eheikk the pandemonium lord
421226 | Zig:21   | Killed Suan the pandemonium lord
421226 | Zig:21   | Killed Qaic the pandemonium lord
421227 | Zig:21   | Noticed Loboc the pandemonium lord
421227 | Zig:21   | Noticed Etihoe the pandemonium lord
421227 | Zig:21   | Killed Gississ the pandemonium lord
421227 | Zig:21   | Killed Nonuimoxt the pandemonium lord
421228 | Zig:21   | Noticed Hixkak the pandemonium lord
421228 | Zig:21   | Noticed Otaheserch the pandemonium lord
421228 | Zig:21   | Killed Talihes the pandemonium lord
421229 | Zig:21   | Noticed Kuburaan the pandemonium lord
421229 | Zig:21   | Killed Beirr the pandemonium lord
421229 | Zig:21   | Killed Kaentan the pandemonium lord
421229 | Zig:21   | Killed Baraghuo the pandemonium lord
421231 | Zig:21   | Noticed Botzem the pandemonium lord
421232 | Zig:21   | Killed Xywoh the pandemonium lord
421233 | Zig:21   | Noticed Quosic the pandemonium lord
421233 | Zig:21   | Noticed Muilie Duadu the pandemonium lord
421233 | Zig:21   | Noticed Ebbut the pandemonium lord
421233 | Zig:21   | Killed Kuburaan the pandemonium lord
421234 | Zig:21   | Noticed Kegie the pandemonium lord
421234 | Zig:21   | Noticed Zafenn the pandemonium lord
421234 | Zig:21   | Noticed Zuefyer the pandemonium lord
421234 | Zig:21   | Killed Summorev the pandemonium lord
421234 | Zig:21   | Killed Dusaeke the pandemonium lord
421234 | Zig:21   | Killed Dupp the pandemonium lord
421236 | Zig:21   | Noticed Nuseedgh the pandemonium lord
421236 | Zig:21   | Noticed Rocuer the pandemonium lord
421236 | Zig:21   | Killed Ribleed the pandemonium lord
421237 | Zig:21   | Noticed Jougu the pandemonium lord
421237 | Zig:21   | Killed Ronwogot the pandemonium lord
421237 | Zig:21   | Killed Eheikk the pandemonium lord
421237 | Zig:21   | Killed Urataraa the pandemonium lord
421237 | Zig:21   | Killed Oretiuxe the pandemonium lord
421238 | Zig:21   | Noticed Esmum the pandemonium lord
421238 | Zig:21   | Noticed Houwn the pandemonium lord
421239 | Zig:21   | Noticed Jyxuc the pandemonium lord
421240 | Zig:21   | Noticed Asach the pandemonium lord
421241 | Zig:21   | Noticed Ilowoi the pandemonium lord
421241 | Zig:21   | Noticed Gaorch the pandemonium lord
421242 | Zig:21   | Noticed Ywebaorph the pandemonium lord
421243 | Zig:21   | Noticed Hagratam the pandemonium lord
421243 | Zig:21   | Killed Otaheserch the pandemonium lord
421243 | Zig:21   | Killed Jougu the pandemonium lord
421245 | Zig:21   | Noticed Laorch the pandemonium lord
421246 | Zig:21   | Noticed Aruohef the pandemonium lord
421246 | Zig:21   | Noticed Kyopp the pandemonium lord
421247 | Zig:21   | Noticed Loijoyno the pandemonium lord
421247 | Zig:21   | Killed Lueg the pandemonium lord
421247 | Zig:21   | Killed Quosic the pandemonium lord
421247 | Zig:21   | Killed Huepes the pandemonium lord
421248 | Zig:21   | Noticed Jianad the pandemonium lord
421248 | Zig:21   | Noticed Bont the pandemonium lord
421249 | Zig:21   | Noticed Bucoskith the pandemonium lord
421250 | Zig:21   | Noticed Taphiops the pandemonium lord
421250 | Zig:21   | Killed Laorch the pandemonium lord
421250 | Zig:21   | Killed Zafenn the pandemonium lord
421250 | Zig:21   | Killed Asach the pandemonium lord
421250 | Zig:21   | Killed Aruohef the pandemonium lord
421250 | Zig:21   | Killed Ochaek the pandemonium lord
421250 | Zig:21   | Killed Etihoe the pandemonium lord
421251 | Zig:21   | Noticed Xyxtupn the pandemonium lord
421251 | Zig:21   | Noticed Timobraf the pandemonium lord
421251 | Zig:21   | Killed Onoogaj the pandemonium lord
421251 | Zig:21   | Killed Giuhewk the pandemonium lord
421251 | Zig:21   | Killed Gaorch the pandemonium lord
421251 | Zig:21   | Killed Muilie Duadu the pandemonium lord
421251 | Zig:21   | Killed Ferawn the pandemonium lord
421251 | Zig:21   | Killed Esmum the pandemonium lord
421251 | Zig:21   | Killed Botzem the pandemonium lord
421251 | Zig:21   | Killed Magatey the pandemonium lord
421251 | Zig:21   | Killed Kyopp the pandemonium lord
421252 | Zig:21   | Noticed Yfesog the pandemonium lord
421252 | Zig:21   | Killed Ebbut the pandemonium lord
421253 | Zig:21   | Noticed Cunaoje the pandemonium lord
421253 | Zig:21   | Noticed Voanloyt the pandemonium lord
421253 | Zig:21   | Noticed Soseb the pandemonium lord
421253 | Zig:21   | Killed Rocuer the pandemonium lord
421253 | Zig:21   | Killed Zuefyer the pandemonium lord
421253 | Zig:21   | Killed Jyxuc the pandemonium lord
421253 | Zig:21   | Killed Ilowoi the pandemonium lord
421254 | Zig:21   | Noticed Kahust the pandemonium lord
421254 | Zig:21   | Noticed Ilus the pandemonium lord
421254 | Zig:21   | Killed Hagratam the pandemonium lord
421255 | Zig:21   | Noticed Isemib the pandemonium lord
421255 | Zig:21   | Noticed Gutuot the pandemonium lord
421255 | Zig:21   | Noticed Funuipt the pandemonium lord
421255 | Zig:21   | Killed Xyxtupn the pandemonium lord
421255 | Zig:21   | Killed Taphiops the pandemonium lord
421255 | Zig:21   | Killed Bucoskith the pandemonium lord
421255 | Zig:21   | Killed Kahust the pandemonium lord
421255 | Zig:21   | Killed Loboc the pandemonium lord
421255 | Zig:21   | Killed Yfesog the pandemonium lord
421255 | Zig:21   | Killed Houwn the pandemonium lord
421255 | Zig:21   | Killed Kegie the pandemonium lord
421255 | Zig:21   | Killed Hixkak the pandemonium lord
421256 | Zig:21   | Noticed Nesempy the pandemonium lord
421256 | Zig:21   | Noticed Wawkay the pandemonium lord
421256 | Zig:21   | Noticed Ebos the pandemonium lord
421257 | Zig:21   | Noticed Niril the pandemonium lord
421257 | Zig:21   | Noticed Elitsos the pandemonium lord
421257 | Zig:21   | Noticed Vuimiethegh the pandemonium lord
421257 | Zig:21   | Noticed Uskeasaj the pandemonium lord
421257 | Zig:21   | Killed Soseb the pandemonium lord
421257 | Zig:21   | Killed Isemib the pandemonium lord
421257 | Zig:21   | Killed Ebos the pandemonium lord
421257 | Zig:21   | Killed Suetenoh the pandemonium lord
421257 | Zig:21   | Killed Ywebaorph the pandemonium lord
421257 | Zig:21   | Killed Timobraf the pandemonium lord
421257 | Zig:21   | Killed Cunaoje the pandemonium lord
421258 | Zig:21   | Noticed Koobajoh the pandemonium lord
421258 | Zig:21   | Noticed Weof the pandemonium lord
421258 | Zig:21   | Noticed Miafi the pandemonium lord
421258 | Zig:21   | Noticed Vofet the pandemonium lord
421258 | Zig:21   | Noticed Zugeck the pandemonium lord
421258 | Zig:21   | Killed Funuipt the pandemonium lord
421258 | Zig:21   | Killed Elitsos the pandemonium lord
421258 | Zig:21   | Killed Gutuot the pandemonium lord
421258 | Zig:21   | Killed Hasuaschy the pandemonium lord
421258 | Zig:21   | Killed Voanloyt the pandemonium lord
421258 | Zig:21   | Killed Ilus the pandemonium lord
421259 | Zig:21   | Noticed Jaavull the pandemonium lord
421259 | Zig:21   | Noticed Uwyss the pandemonium lord
421259 | Zig:21   | Noticed Nimenoa the pandemonium lord
421260 | Zig:21   | Killed Wawkay the pandemonium lord
421260 | Zig:21   | Killed Nesempy the pandemonium lord
421261 | Zig:21   | Noticed Peotar the pandemonium lord
421261 | Zig:21   | Noticed Kob Ciej the pandemonium lord
421261 | Zig:21   | Noticed Rinkatza the pandemonium lord
421262 | Zig:21   | Noticed Mamizxio the pandemonium lord
421263 | Zig:21   | Killed Vuimiethegh the pandemonium lord
421263 | Zig:21   | Killed Nimenoa the pandemonium lord
421263 | Zig:21   | Killed Mamizxio the pandemonium lord
421263 | Zig:21   | Killed Bont the pandemonium lord
421263 | Zig:21   | Killed Jaavull the pandemonium lord
421264 | Zig:21   | Noticed Maczif the pandemonium lord
421264 | Zig:21   | Noticed Rykaoduicli the pandemonium lord
421265 | Zig:21   | Noticed Qyk Gutu the pandemonium lord
421265 | Zig:21   | Noticed Ihudil the pandemonium lord
421265 | Zig:21   | Killed Lagimul the pandemonium lord
421265 | Zig:21   | Killed Jianad the pandemonium lord
421265 | Zig:21   | Killed Cuul the pandemonium lord
421266 | Zig:21   | Noticed Yqoerrec the pandemonium lord
421266 | Zig:21   | Noticed Raithydy the pandemonium lord
421266 | Zig:21   | Killed Ysaxt the pandemonium lord
421267 | Zig:21   | Noticed Caedgh the pandemonium lord
421268 | Zig:21   | Noticed Ybew the pandemonium lord
421268 | Zig:21   | Killed Rykaoduicli the pandemonium lord
421268 | Zig:21   | Killed Uskeasaj the pandemonium lord
421268 | Zig:21   | Killed Yqoerrec the pandemonium lord
421268 | Zig:21   | Killed Yppium the pandemonium lord
421268 | Zig:21   | Killed Caedgh the pandemonium lord
421268 | Zig:21   | Killed Kob Ciej the pandemonium lord
421268 | Zig:21   | Killed Huen the pandemonium lord
421269 | Zig:21   | Noticed Esaenic the pandemonium lord
421271 | Zig:21   | Noticed Hicipt the pandemonium lord
421271 | Zig:21   | Noticed Covoptoc the pandemonium lord
421271 | Zig:21   | Noticed Toviag the pandemonium lord
421272 | Zig:21   | Noticed Kuoxzieg the pandemonium lord
421272 | Zig:21   | Noticed Onuhiawu the pandemonium lord
421272 | Zig:21   | Killed Niril the pandemonium lord
421272 | Zig:21   | Killed Rinkatza the pandemonium lord
421272 | Zig:21   | Killed Nuseedgh the pandemonium lord
421272 | Zig:21   | Killed Verua the pandemonium lord
421274 | Zig:21   | Noticed Nioc the pandemonium lord
421275 | Zig:21   | Noticed Uqounue the pandemonium lord
421275 | Zig:21   | Noticed Unkeabb the pandemonium lord
421275 | Zig:21   | Killed Esma the pandemonium lord
421275 | Zig:21   | Killed Vofet the pandemonium lord
421276 | Zig:21   | Noticed Ured the pandemonium lord
421277 | Zig:21   | Noticed Tith the pandemonium lord
421277 | Zig:21   | Noticed Xeemaman the pandemonium lord
421277 | Zig:21   | Killed Koobajoh the pandemonium lord
421277 | Zig:21   | Killed Ihudil the pandemonium lord
421277 | Zig:21   | Killed Uwyss the pandemonium lord
421278 | Zig:21   | Noticed Pekefon the pandemonium lord
421278 | Zig:21   | Noticed Omuemosa the pandemonium lord
421278 | Zig:21   | Noticed Zatiwk the pandemonium lord
421278 | Zig:21   | Noticed Operaim the pandemonium lord
421278 | Zig:21   | Killed Weof the pandemonium lord
421278 | Zig:21   | Killed Onuhiawu the pandemonium lord
421278 | Zig:21   | Killed Alafegredi the pandemonium lord
421278 | Zig:21   | Killed Esaenic the pandemonium lord
421278 | Zig:21   | Killed Ured the pandemonium lord
421279 | Zig:21   | Noticed Kahoaro the pandemonium lord
421279 | Zig:21   | Noticed Hitsopn the pandemonium lord
421279 | Zig:21   | Killed Qyk Gutu the pandemonium lord
421279 | Zig:21   | Killed Maczif the pandemonium lord
421279 | Zig:21   | Killed Nioc the pandemonium lord
421279 | Zig:21   | Killed Ybew the pandemonium lord
421280 | Zig:21   | Noticed Evairi the pandemonium lord
421280 | Zig:21   | Killed Kuoxzieg the pandemonium lord
421280 | Zig:21   | Killed Miafi the pandemonium lord
421280 | Zig:21   | Killed Uqounue the pandemonium lord
421280 | Zig:21   | Killed Hitsopn the pandemonium lord
421281 | Zig:21   | Noticed Siuwam the pandemonium lord
421281 | Zig:21   | Noticed Kovop the pandemonium lord
421281 | Zig:21   | Noticed Zeol the pandemonium lord
421281 | Zig:21   | Noticed Qietomof the pandemonium lord
421281 | Zig:21   | Killed Evairi the pandemonium lord
421281 | Zig:21   | Killed Zatiwk the pandemonium lord
421281 | Zig:21   | Killed Unkeabb the pandemonium lord
421281 | Zig:21   | Killed Operaim the pandemonium lord
421281 | Zig:21   | Killed Tith the pandemonium lord
421281 | Zig:21   | Killed Pekefon the pandemonium lord
421281 | Zig:21   | Killed Peotar the pandemonium lord
421281 | Zig:21   | Killed Omuemosa the pandemonium lord
421282 | Zig:21   | Noticed Wadeegep the pandemonium lord
421282 | Zig:21   | Noticed Hipn the pandemonium lord
421282 | Zig:21   | Killed Loijoyno the pandemonium lord
421282 | Zig:21   | Killed Raithydy the pandemonium lord
421283 | Zig:21   | Noticed Hotasyur the pandemonium lord
421283 | Zig:21   | Killed Covoptoc the pandemonium lord
421283 | Zig:21   | Killed Qietomof the pandemonium lord
421283 | Zig:21   | Killed Kovop the pandemonium lord
421284 | Zig:21   | Noticed Cuiz Deu the pandemonium lord
421284 | Zig:21   | Noticed Pelob the pandemonium lord
421284 | Zig:21   | Noticed Feot Ydy the pandemonium lord
421284 | Zig:21   | Noticed Osiut the pandemonium lord
421285 | Zig:21   | Noticed Voicer the pandemonium lord
421286 | Zig:21   | Noticed Vetual the pandemonium lord
421286 | Zig:21   | Noticed Ryfer the pandemonium lord
421286 | Zig:21   | Noticed Wuarhohuf the pandemonium lord
421286 | Zig:21   | Noticed Qode Ase the pandemonium lord
421286 | Zig:21   | Noticed Gupaorr the pandemonium lord
421288 | Zig:21   | Killed Cuiz Deu the pandemonium lord
421288 | Zig:21   | Killed Toviag the pandemonium lord
421289 | Zig:21   | Noticed Tojoza the pandemonium lord
421289 | Zig:21   | Noticed Fysuepav the pandemonium lord
421289 | Zig:21   | Killed Kahoaro the pandemonium lord
421289 | Zig:21   | Killed Xeemaman the pandemonium lord
421289 | Zig:21   | Killed Qode Ase the pandemonium lord
421289 | Zig:21   | Killed Ostracus the pandemonium lord
421290 | Zig:21   | Noticed Zolaok the pandemonium lord
421291 | Zig:21   | Noticed Juvasoll the pandemonium lord
421291 | Zig:21   | Killed Zugeck the pandemonium lord
421291 | Zig:21   | Killed Onymuck the pandemonium lord
421292 | Zig:21   | Noticed Empecs the pandemonium lord
421292 | Zig:21   | Noticed Ceagiam the pandemonium lord
421293 | Zig:21   | Killed Feot Ydy the pandemonium lord
421294 | Zig:21   | Noticed Mechuh the pandemonium lord
421294 | Zig:21   | Killed Wadeegep the pandemonium lord
421295 | Zig:21   | Killed Hicipt the pandemonium lord
421295 | Zig:21   | Killed Ypuacile the pandemonium lord
421295 | Zig:21   | Killed Zolaok the pandemonium lord
421295 | Zig:21   | Killed Byjiniz the pandemonium lord
421297 | Zig:21   | Noticed Tupyix the pandemonium lord
421297 | Zig:21   | Noticed Pazulotaar the pandemonium lord
421297 | Zig:21   | Noticed Xyehaogg the pandemonium lord
421298 | Zig:21   | Noticed Womalol the pandemonium lord
421298 | Zig:21   | Noticed Zunirawe the pandemonium lord
421299 | Zig:21   | Noticed Ymemuol the pandemonium lord
421299 | Zig:21   | Noticed Nouqupla the pandemonium lord
421299 | Zig:21   | Killed Vetual the pandemonium lord
421299 | Zig:21   | Killed Tojoza the pandemonium lord
421299 | Zig:21   | Killed Osiut the pandemonium lord
421300 | Zig:21   | Noticed Wemeak the pandemonium lord
421300 | Zig:21   | Noticed Sablozom the pandemonium lord
421300 | Zig:21   | Noticed Luwointo the pandemonium lord
421300 | Zig:21   | Killed Ryfer the pandemonium lord
421300 | Zig:21   | Killed Hipn the pandemonium lord
421301 | Zig:21   | Noticed Fetoer the pandemonium lord
421301 | Zig:21   | Killed Sablozom the pandemonium lord
421301 | Zig:21   | Killed Gupaorr the pandemonium lord
421301 | Zig:21   | Killed Fysuepav the pandemonium lord
421301 | Zig:21   | Killed Zeol the pandemonium lord
421301 | Zig:21   | Killed Wuarhohuf the pandemonium lord
421301 | Zig:21   | Killed Ceagiam the pandemonium lord
421301 | Zig:21   | Killed Ymemuol the pandemonium lord
421301 | Zig:21   | Killed Siuwam the pandemonium lord
421302 | Zig:21   | Killed Mechuh the pandemonium lord
421302 | Zig:21   | Killed Hotasyur the pandemonium lord
421303 | Zig:21   | Noticed Quhoajaff the pandemonium lord
421303 | Zig:21   | Noticed Dorezu the pandemonium lord
421303 | Zig:21   | Noticed Mootorphese the pandemonium lord
421303 | Zig:21   | Noticed Quyn the pandemonium lord
421303 | Zig:21   | Noticed Putos the pandemonium lord
421303 | Zig:21   | Killed Tupyix the pandemonium lord
421303 | Zig:21   | Killed Pelob the pandemonium lord
421304 | Zig:21   | Noticed Mioveg the pandemonium lord
421304 | Zig:21   | Noticed Yneenagu the pandemonium lord
421304 | Zig:21   | Killed Quhoajaff the pandemonium lord
421304 | Zig:21   | Killed Xyehaogg the pandemonium lord
421304 | Zig:21   | Killed Luwointo the pandemonium lord
421304 | Zig:21   | Killed Ras Piysm the pandemonium lord
421304 | Zig:21   | Killed Quyn the pandemonium lord
421304 | Zig:21   | Killed Zunirawe the pandemonium lord
421304 | Zig:21   | Killed Juvasoll the pandemonium lord
421304 | Zig:21   | Killed Nouqupla the pandemonium lord
421304 | Zig:21   | Noticed Fas Zott the pandemonium lord
421305 | Zig:21   | Noticed Uretzo the pandemonium lord
421305 | Zig:21   | Noticed Fixtiax the pandemonium lord
421306 | Zig:21   | Noticed Cuyroops the pandemonium lord
421306 | Zig:21   | Noticed Equfutz the pandemonium lord
421306 | Zig:21   | Noticed Narghetu the pandemonium lord
421307 | Zig:21   | Noticed Naqeesip the pandemonium lord
421307 | Zig:21   | Noticed Maxuh the pandemonium lord
421308 | Zig:21   | Killed Yneenagu the pandemonium lord
421308 | Zig:21   | Killed Voicer the pandemonium lord
421310 | Zig:21   | Noticed Ifav the pandemonium lord
421312 | Zig:21   | Noticed Ylyroxee the pandemonium lord
421312 | Zig:21   | Noticed Areiv the pandemonium lord
421314 | Zig:21   | Noticed Zeetegow the pandemonium lord
421315 | Zig:21   | Noticed Fuimes the pandemonium lord
421316 | Zig:21   | Noticed Bicoluerhu the pandemonium lord
421317 | Zig:21   | Killed Equfutz the pandemonium lord
421317 | Zig:21   | Killed Putos the pandemonium lord
421318 | Zig:21   | Noticed Erethre the pandemonium lord
421319 | Zig:21   | Killed Naqeesip the pandemonium lord
421319 | Zig:21   | Killed Maxuh the pandemonium lord
421319 | Zig:21   | Killed Narghetu the pandemonium lord
421319 | Zig:21   | Killed Womalol the pandemonium lord
421320 | Zig:21   | Noticed Vuliakux the pandemonium lord
421320 | Zig:21   | Noticed Mailunil the pandemonium lord
421320 | Zig:21   | Noticed Digreuworem the pandemonium lord
421322 | Zig:21   | Noticed Lul Sou the pandemonium lord
421323 | Zig:21   | Killed Zeetegow the pandemonium lord
421324 | Zig:21   | Noticed Kooguil the pandemonium lord
421324 | Zig:21   | Killed Digreuworem the pandemonium lord
421324 | Zig:21   | Killed Empecs the pandemonium lord
421325 | Zig:21   | Killed Pazulotaar the pandemonium lord
421326 | Zig:21   | Killed Mioveg the pandemonium lord
421326 | Zig:21   | Killed Wemeak the pandemonium lord
421327 | Zig:21   | Noticed Nietutz the pandemonium lord
421327 | Zig:21   | Killed Fas Zott the pandemonium lord
421327 | Zig:21   | Killed Areiv the pandemonium lord
421327 | Zig:21   | Killed Fixtiax the pandemonium lord
421328 | Zig:21   | Killed Vuliakux the pandemonium lord
421328 | Zig:21   | Killed Darphaby the pandemonium lord
421328 | Zig:21   | Killed Uretzo the pandemonium lord
421328 | Zig:21   | Killed Dorezu the pandemonium lord
421328 | Zig:21   | Killed Lul Sou the pandemonium lord
421328 | Zig:21   | Killed Fetoer the pandemonium lord
421329 | Zig:21   | Noticed Niutown the pandemonium lord
421329 | Zig:21   | Noticed Poymoyna the pandemonium lord
421329 | Zig:21   | Noticed Lunkamol the pandemonium lord
421330 | Zig:21   | Noticed Duufaisch the pandemonium lord
421331 | Zig:21   | Noticed Naudauf the pandemonium lord
421331 | Zig:21   | Noticed Daolu the pandemonium lord
421332 | Zig:21   | Noticed Busmu the pandemonium lord
421332 | Zig:21   | Killed Nietutz the pandemonium lord
421332 | Zig:21   | Killed Fuimes the pandemonium lord
421333 | Zig:21   | Noticed Bagithil the pandemonium lord
421334 | Zig:21   | Noticed Iceli the pandemonium lord
421334 | Zig:21   | Noticed Muin the pandemonium lord
421334 | Zig:21   | Noticed Zodos the pandemonium lord
421335 | Zig:21   | Noticed Xurchid the pandemonium lord
421335 | Zig:21   | Killed Erethre the pandemonium lord
421335 | Zig:21   | Killed Mailunil the pandemonium lord
421335 | Zig:21   | Killed Cuyroops the pandemonium lord
421335 | Zig:21   | Killed Ylyroxee the pandemonium lord
421335 | Zig:21   | Killed Mootorphese the pandemonium lord
421336 | Zig:21   | Noticed Rirul the pandemonium lord
421336 | Zig:21   | Noticed Sasedamn the pandemonium lord
421336 | Zig:21   | Noticed Kicehef the pandemonium lord
421337 | Zig:21   | Noticed Ymoogy the pandemonium lord
421337 | Zig:21   | Noticed Diote the pandemonium lord
421337 | Zig:21   | Noticed Duidet the pandemonium lord
421337 | Zig:21   | Killed Busmu the pandemonium lord
421337 | Zig:21   | Killed Rozim the pandemonium lord
421337 | Zig:21   | Killed Ifav the pandemonium lord
421337 | Zig:21   | Killed Lopham the pandemonium lord
421337 | Zig:21   | Killed Niutown the pandemonium lord
421338 | Zig:21   | Noticed Upsaolac the pandemonium lord
421338 | Zig:21   | Noticed Voluc the pandemonium lord
421338 | Zig:21   | Killed Naudauf the pandemonium lord
421340 | Zig:21   | Noticed Kash the pandemonium lord
421340 | Zig:21   | Noticed Xeish the pandemonium lord
421341 | Zig:21   | Noticed Cileriwn the pandemonium lord
421342 | Zig:21   | Noticed Ypneu the pandemonium lord
421342 | Zig:21   | Killed Daolu the pandemonium lord
421343 | Zig:21   | Noticed Ehiynalaoc the pandemonium lord
421343 | Zig:21   | Killed Sasedamn the pandemonium lord
421346 | Zig:21   | Noticed Deidu the pandemonium lord
421349 | Zig:21   | Noticed Kafuxyh the pandemonium lord
421349 | Zig:21   | Killed Rirul the pandemonium lord
421349 | Zig:21   | Killed Muin the pandemonium lord
421350 | Zig:21   | Noticed Xeyte Cyhigg the pandemonium lord
421350 | Zig:21   | Killed Poymoyna the pandemonium lord
421351 | Zig:21   | Noticed Ladwioqo the pandemonium lord
421352 | Zig:21   | Killed Ypneu the pandemonium lord
421354 | Zig:21   | Noticed Hosic the pandemonium lord
421355 | Zig:21   | Killed Duidet the pandemonium lord
421357 | Zig:21   | Killed Bagithil the pandemonium lord
421357 | Zig:21   | Killed Diote the pandemonium lord
421357 | Zig:21   | Killed Xusuecur the pandemonium lord
421357 | Zig:21   | Killed Voluc the pandemonium lord
421357 | Zig:21   | Killed Xurchid the pandemonium lord
421358 | Zig:21   | Noticed Hawodar the pandemonium lord
421358 | Zig:21   | Noticed Ygigimm the pandemonium lord
421358 | Zig:21   | Killed Duufaisch the pandemonium lord
421359 | Zig:21   | Killed Deidu the pandemonium lord
421359 | Zig:21   | Killed Ymoogy the pandemonium lord
421359 | Zig:21   | Killed Kicehef the pandemonium lord
421360 | Zig:21   | Noticed Wuffeha the pandemonium lord
421360 | Zig:21   | Noticed Doyrayss the pandemonium lord
421360 | Zig:21   | Noticed Pyasesur the pandemonium lord
421360 | Zig:21   | Noticed Nyid Dekh the pandemonium lord
421360 | Zig:21   | Noticed Walidghe the pandemonium lord
421360 | Zig:21   | Killed Cileriwn the pandemonium lord
421361 | Zig:21   | Noticed Bimmoato the pandemonium lord
421361 | Zig:21   | Noticed Rajigeint the pandemonium lord
421361 | Zig:21   | Killed Ehiynalaoc the pandemonium lord
421362 | Zig:21   | Killed Upsaolac the pandemonium lord
421363 | Zig:21   | Noticed Veeqib Jiq the pandemonium lord
421364 | Zig:21   | Noticed Sotovy the pandemonium lord
421364 | Zig:21   | Noticed Lyloem the pandemonium lord
421364 | Zig:21   | Killed Kash the pandemonium lord
421365 | Zig:21   | Killed Lunkamol the pandemonium lord
421365 | Zig:21   | Killed Ygigimm the pandemonium lord
421366 | Zig:21   | Noticed Qimontuc the pandemonium lord
421366 | Zig:21   | Noticed Gukiedi the pandemonium lord
421366 | Zig:21   | Noticed Hannuuqy the pandemonium lord
421367 | Zig:21   | Noticed Ivviteud the pandemonium lord
421367 | Zig:21   | Noticed Meny the pandemonium lord
421367 | Zig:21   | Noticed Cagu the pandemonium lord
421367 | Zig:21   | Killed Ladwioqo the pandemonium lord
421367 | Zig:21   | Killed Wuffeha the pandemonium lord
421367 | Zig:21   | Killed Veeqib Jiq the pandemonium lord
421367 | Zig:21   | Killed Xeish the pandemonium lord
421368 | Zig:21   | Noticed Ehagowakack the pandemonium lord
421369 | Zig:21   | Noticed Uruz the pandemonium lord
421369 | Zig:21   | Noticed Sifameb the pandemonium lord
421369 | Zig:21   | Killed Kooguil the pandemonium lord
421369 | Zig:21   | Killed Nyid Dekh the pandemonium lord
421369 | Zig:21   | Killed Hosic the pandemonium lord
421369 | Zig:21   | Killed Hokhluadd the pandemonium lord
421369 | Zig:21   | Killed Bicoluerhu the pandemonium lord
421369 | Zig:21   | Killed Iceli the pandemonium lord
421370 | Zig:21   | Noticed Dite the pandemonium lord
421370 | Zig:21   | Noticed Usocuc the pandemonium lord
421370 | Zig:21   | Killed Rajigeint the pandemonium lord
421370 | Zig:21   | Killed Ehagowakack the pandemonium lord
421371 | Zig:21   | Noticed Giqaen the pandemonium lord
421372 | Zig:21   | Killed Pyasesur the pandemonium lord
421372 | Zig:21   | Killed Xeyte Cyhigg the pandemonium lord
421372 | Zig:21   | Killed Dite the pandemonium lord
421372 | Zig:21   | Killed Bimmoato the pandemonium lord
421372 | Zig:21   | Killed Ivviteud the pandemonium lord
421372 | Zig:21   | Killed Gukiedi the pandemonium lord
421373 | Zig:21   | Killed Giqaen the pandemonium lord
421373 | Zig:21   | Killed Hawodar the pandemonium lord
421373 | Zig:21   | Killed Uruz the pandemonium lord
421375 | Zig:21   | Noticed Copti the pandemonium lord
421375 | Zig:21   | Killed Zodos the pandemonium lord
421376 | Zig:21   | Noticed Pihexash the pandemonium lord
421376 | Zig:21   | Killed Meny the pandemonium lord
421376 | Zig:21   | Killed Walidghe the pandemonium lord
421376 | Zig:21   | Killed Kafuxyh the pandemonium lord
421376 | Zig:21   | Killed Sotovy the pandemonium lord
421377 | Zig:21   | Noticed Giaroupn the pandemonium lord
421377 | Zig:21   | Noticed Kain Sar the pandemonium lord
421379 | Zig:21   | Killed Doyrayss the pandemonium lord
421380 | Zig:21   | Noticed Reweuj Emuo the pandemonium lord
421381 | Zig:21   | Noticed Sokosy the pandemonium lord
421382 | Zig:21   | Noticed Xeonauge the pandemonium lord
421382 | Zig:21   | Killed Sifameb the pandemonium lord
421382 | Zig:21   | Killed Pihexash the pandemonium lord
421382 | Zig:21   | Killed Cagu the pandemonium lord
421383 | Zig:21   | Killed Copti the pandemonium lord
421383 | Zig:21   | Killed Reweuj Emuo the pandemonium lord
421383 | Zig:21   | Killed Hannuuqy the pandemonium lord
421383 | Zig:21   | Killed Usocuc the pandemonium lord
421383 | Zig:21   | Killed Lyloem the pandemonium lord
421383 | Zig:21   | Killed Qimontuc the pandemonium lord
421384 | Zig:21   | Noticed Sienood the pandemonium lord
421384 | Zig:21   | Noticed Kuonyjig the pandemonium lord
421384 | Zig:21   | Noticed Qeuj the pandemonium lord
421384 | Zig:21   | Noticed Bunirch the pandemonium lord
421384 | Zig:21   | Noticed Qinam the pandemonium lord
421384 | Zig:21   | Killed Qeuj the pandemonium lord
421385 | Zig:21   | Noticed Plog the pandemonium lord
421385 | Zig:21   | Noticed Zooco the pandemonium lord
421386 | Zig:21   | Noticed Hidgh the pandemonium lord
421387 | Zig:21   | Noticed Rohyron the pandemonium lord
421387 | Zig:21   | Noticed Qiqiowk the pandemonium lord
421388 | Zig:21   | Noticed Arifuss the pandemonium lord
421388 | Zig:21   | Killed Giaroupn the pandemonium lord
421390 | Zig:21   | Killed Xeonauge the pandemonium lord
421391 | Zig:21   | Noticed Seynucosk the pandemonium lord
421392 | Zig:21   | Noticed Basidghi the pandemonium lord
421392 | Zig:21   | Killed Bunirch the pandemonium lord
421392 | Zig:21   | Killed Sienood the pandemonium lord
421393 | Zig:21   | Killed Sokosy the pandemonium lord
421393 | Zig:21   | Killed Kuonyjig the pandemonium lord
421393 | Zig:21   | Cast into level 4 of the Abyss (Rohyron)
421413 | Zig:21   | Escaped the Abyss
421414 | Zig:21   | Noticed Rybam the pandemonium lord
421414 | Zig:21   | Noticed Acaor the pandemonium lord
421414 | Zig:21   | Noticed Navazot the pandemonium lord
421414 | Zig:21   | Noticed Masuaha the pandemonium lord
421415 | Zig:21   | Noticed Zyquetai the pandemonium lord
421415 | Zig:21   | Killed Seynucosk the pandemonium lord
421415 | Zig:21   | Killed Kain Sar the pandemonium lord
421415 | Zig:21   | Killed Qinam the pandemonium lord
421416 | Zig:21   | Noticed Osae the pandemonium lord
421416 | Zig:21   | Noticed Reziobir the pandemonium lord
421416 | Zig:21   | Killed Arifuss the pandemonium lord
421417 | Zig:21   | Killed Masuaha the pandemonium lord
421418 | Zig:21   | Noticed Fanus the pandemonium lord
421418 | Zig:21   | Killed Qiqiowk the pandemonium lord
421418 | Zig:21   | Killed Plog the pandemonium lord
421419 | Zig:21   | Noticed Vaymeamu the pandemonium lord
421419 | Zig:21   | Killed Zooco the pandemonium lord
421419 | Zig:21   | Killed Hidgh the pandemonium lord
421421 | Zig:21   | Noticed Zaerghuxo the pandemonium lord
421422 | Zig:21   | Killed Acaor the pandemonium lord
421422 | Zig:21   | Killed Reziobir the pandemonium lord
421423 | Zig:21   | Noticed Wowkury the pandemonium lord
421424 | Zig:21   | Noticed Bipapt the pandemonium lord
421424 | Zig:21   | Noticed Keet the pandemonium lord
421424 | Zig:21   | Killed Rohyron the pandemonium lord
421424 | Zig:21   | Killed Rybam the pandemonium lord
421424 | Zig:21   | Killed Navazot the pandemonium lord
421426 | Zig:21   | Noticed Basocw the pandemonium lord
421426 | Zig:21   | Killed Fanus the pandemonium lord
421426 | Zig:21   | Killed Osae the pandemonium lord
421427 | Zig:21   | Noticed Qagumene the pandemonium lord
421427 | Zig:21   | Killed Zaerghuxo the pandemonium lord
421427 | Zig:21   | Killed Basidghi the pandemonium lord
421427 | Zig:21   | Killed Wowkury the pandemonium lord
421430 | Zig:21   | Noticed Giroso the pandemonium lord
421431 | Zig:21   | Noticed Syfyoh the pandemonium lord
421431 | Zig:21   | Noticed Kuomunomy the pandemonium lord
421433 | Zig:21   | Killed Keet the pandemonium lord
421433 | Zig:21   | Killed Bipapt the pandemonium lord
421434 | Zig:21   | Noticed Wugemab the pandemonium lord
421434 | Zig:21   | Noticed Axkothuen the pandemonium lord
421435 | Zig:21   | Noticed Vyaduerau the pandemonium lord
421435 | Zig:21   | Killed Vyaduerau the pandemonium lord
421435 | Zig:21   | Killed Giroso the pandemonium lord
421435 | Zig:21   | Killed Zyquetai the pandemonium lord
421435 | Zig:21   | Killed Qagumene the pandemonium lord
421435 | Zig:21   | Killed Syfyoh the pandemonium lord
421436 | Zig:21   | Killed Vaymeamu the pandemonium lord
421436 | Zig:21   | Killed Kuomunomy the pandemonium lord
421437 | Zig:21   | Noticed Engaephaypa the pandemonium lord
421437 | Zig:21   | Killed Wugemab the pandemonium lord
421439 | Zig:21   | Noticed Oceyfuaf the pandemonium lord
421439 | Zig:21   | Killed Basocw the pandemonium lord
421439 | Zig:21   | Killed Engaephaypa the pandemonium lord
421439 | Zig:21   | Killed Axkothuen the pandemonium lord
421440 | Zig:21   | Noticed Urics the pandemonium lord
421440 | Zig:21   | Noticed Tolleumeeb the pandemonium lord
421444 | Zig:21   | Killed Urics the pandemonium lord
421444 | Zig:21   | Killed Tolleumeeb the pandemonium lord
421445 | Zig:21   | Noticed Mehael the pandemonium lord
421448 | Zig:21   | Killed Mehael the pandemonium lord
421450 | Zig:21   | Killed Oceyfuaf the pandemonium lord
421451 | Zig:21   | Noticed Rucunuteo the pandemonium lord
421453 | Zig:21   | Killed Rucunuteo the pandemonium lord
421573 | Zig:21   | Got a vibrating golden ring
421745 | Zig:21   | Identified the Guide on Poisonous Shape Shifting
421758 | Zig:22   | Entered Level 22 of a ziggurat
421847 | Zig:22   | Killed a starcursed mass
421971 | Zig:22   | Identified the +0 helmet of Honour {-Cast rPois rF+ MP+9} (You found it on level 22 of a ziggurat)
421976 | Zig:22   | Identified the +0 helmet "Pisoehip" {rPois} (You found it on level 22 of a ziggurat)
421984 | Zig:22   | Got a glittering lead ring
421986 | Zig:22   | Identified the ring of Korghirep {EV+5 Int+2} (You found it on level 22 of a ziggurat)
422015 | Zig:22   | Got a fine marble ring
422016 | Zig:22   | Identified the ring "Muorumn" {rElec rF+ rC- Int+5 Dex+3} (You found it on level 22 of a ziggurat)
422020 | Zig:22   | Got a vibrating sapphire amulet
422021 | Zig:22   | Identified the amulet "Hamuest" {+Rage MR+} (You found it on level 22 of a ziggurat)
422042 | Zig:22   | Got an ancient silver ring
422044 | Zig:22   | Identified the ring "Untep" {+Fly rElec rPois rN+ MR-} (You found it on level 22 of a ziggurat)
422215 | Zig:23   | Entered Level 23 of a ziggurat
422334 | Zig:23   | Identified the Handbook of Ashen Toxins
422354 | Zig:23   | Got a coiled bone ring
422356 | Zig:23   | Identified the ring "Hooggiov" {Ice rElec} (You found it on level 23 of a ziggurat)
422453 | Zig:23   | Identified the Almanac of Congealing Shape Shifting
422603 | Zig:23   | Identified the Grimoire of the Compass and Companions
422617 | Zig:23   | Got a transparent amber ring
422618 | Zig:23   | Identified the ring of Ruocuphacs {+Blink rN+ MR+} (You found it on level 23 of a ziggurat)
422693 | Zig:24   | Entered Level 24 of a ziggurat
422880 | Zig:24   | Identified the Incunabulum of Confrontation
422901 | Zig:24   | Got a flickering copper amulet
422902 | Zig:24   | Identified the amulet of Vyfawk {Reflect rC- MR+ MP+9 Int+3 Dex+3 SH+2} (You found it on level 24 of a ziggurat)
422926 | Zig:24   | Got a smoking zirconium amulet
422927 | Zig:24   | Identified the amulet "Uluaripi" {RegenMP *Corrode rElec rPois Stlth+} (You found it on level 24 of a ziggurat)
422944 | Zig:24   | Got a brightly glowing amber ring
422945 | Zig:24   | Identified the ring "Jiggy" {rCorr rF- MR++ Dex+6} (You found it on level 24 of a ziggurat)
422979 | Zig:24   | Got a brightly glowing wooden ring
422980 | Zig:24   | Identified the ring of the Eagle {*Drain rElec rPois Int+4 Slay+2} (You found it on level 24 of a ziggurat)
423069 | Zig:24   | Identified the cursed +0 helmet of Defiance {rElec} (You found it on level 24 of a ziggurat)
423075 | Zig:24   | Identified the +6 double sword of Wisdom {vamp, Dex+3} (You found it on level 24 of a ziggurat)
423090 | Zig:25   | Entered Level 25 of a ziggurat
423231 | Zig:25   | Noticed Palirorgh the pandemonium lord
423242 | Zig:25   | Killed Palirorgh the pandemonium lord
423336 | Zig:25   | Got a faintly glowing steel ring
423340 | Zig:25   | Identified the ring "Bupeidod" {*Slow +Inv rF+++ rN+ Int+5} (You found it on level 25 of a ziggurat)
423342 | Zig:25   | Got a transparent granite ring
423344 | Zig:25   | Identified the ring of Iblibaon {+Fly Dex+4} (You found it on level 25 of a ziggurat)
423356 | Zig:25   | Got a pitted steel ring
423357 | Zig:25   | Identified the ring of Mysticism {rC- rN+ MR+ Str+4 Dex+3} (You found it on level 25 of a ziggurat)
423382 | Zig:25   | Got a clouded steel ring
423383 | Zig:25   | Identified the ring "Vyadugih" {Wiz Int+6} (You found it on level 25 of a ziggurat)
423399 | Zig:25   | Identified the Guide on Flying Summoning
423572 | Zig:25   | Identified the +2 pair of boots of a bazaar {-Tele rN+++ Stlth+} (You found it on level 25 of a ziggurat)
423580 | Zig:25   | Identified the -1 pair of gloves "Ezipam" {*Contam Regen+ Int+6 SInv} (You found it on level 25 of a ziggurat)
423590 | Zig:26   | Entered Level 26 of a ziggurat
423691 | Zig:26   | Got an ancient amber ring
423693 | Zig:26   | Identified the ring "Utter" {*Tele rF+ Dex+3 Stlth+} (You found it on level 26 of a ziggurat)
423697 | Zig:26   | Identified Sif Muna's Papyrus of Snow and Displacement
423701 | Zig:26   | Got a sparkling steel ring
423702 | Zig:26   | Identified the ring of Tabie {Fire rPois MR+ Int+3 Dex+4} (You found it on level 26 of a ziggurat)
423998 | Zig:26   | Got a transparent brass ring
423999 | Zig:26   | Identified the ring of Iloatwosm {rF+ SInv Stlth+} (You found it on level 26 of a ziggurat)
424011 | Zig:26   | Got an ancient steel amulet
424012 | Zig:26   | Identified the amulet "Rotit" {Inacc +Blink rF- rN+++ MR-} (You found it on level 26 of a ziggurat)
424042 | Zig:26   | Got a sparkling tin ring
424043 | Zig:26   | Identified the ring of the Sky {+Blink Str-4 Dex+4 SInv Stlth+} (You found it on level 26 of a ziggurat)
424047 | Zig:26   | Got a fine silver amulet
424048 | Zig:26   | Identified the amulet of Brilliance {rC+ Regen+} (You found it on level 26 of a ziggurat)
424052 | Zig:26   | Got a transparent pewter amulet
424053 | Zig:26   | Identified the amulet of Neetumim {+Rage Int+3} (You found it on level 26 of a ziggurat)
424057 | Zig:26   | Got a bound bronze ring
424058 | Zig:26   | Identified the ring of Jiczear {rC+ EV+6 Int+4} (You found it on level 26 of a ziggurat)
424061 | Zig:26   | Identified the Reference Book on Dark Curses
424214 | Zig:26   | Identified the cursed +0 cloak of Defiance {MR+ Slay+2} (You found it on level 26 of a ziggurat)
424240 | Zig:27   | Entered Level 27 of a ziggurat
424468 | Zig:27   | Identified Meuckyd's Reference Book on Protection and Feathers
424475 | Zig:27   | Identified Toummi's Compendium of Supportive Fascination
424481 | Zig:27   | Identified the Guide on the Creative Voyage
424509 | Zig:27   | Identified the +1 pair of boots of the Bulwark {rElec rN+ MP+9} (You found it on level 27 of a ziggurat)
424511 | Zig:27   | Got a faintly glowing glass ring
424513 | Zig:27   | Identified the ring of Zodel {*Slow Str+3 Dex+7 Slay+6 Stlth+} (You found it on level 27 of a ziggurat)
424521 | Zig:27   | Got a clouded steel amulet
424522 | Zig:27   | Identified the amulet "Xis Tiad" {Inacc rPois rN++ Int-4} (You found it on level 27 of a ziggurat)
424528 | Zig:27   | Got a brightly glowing platinum ring
424530 | Zig:27   | Identified the ring "Vestav" {*Slow rC+ Str-4 Int+6} (You found it on level 27 of a ziggurat)
424622 | Zig:27   | Identified the ring "Ingation" {Ice Dex+2 SInv} (You found it on level 21 of a ziggurat)
424717 | Depths:2 | Identified the +2 hat of Ethics {MR+} (You acquired it on level 2 of the Depths)
424718 | Depths:2 | Identified the +3 large shield of Jabe {MR++} (You acquired it on level 2 of the Depths)
424719 | Depths:2 | Identified the +2 pair of gloves of Bupnenn {rF- MR+++ Slay+2 SInv} (You acquired it on level 2 of the Depths)
424720 | Depths:2 | Identified the +3 cloak of Cutorich {+Inv rElec Str+3} (You acquired it on level 2 of the Depths)
424721 | Depths:2 | Identified the +2 hat of Marbles {Str+3 Int+3} (You acquired it on level 2 of the Depths)
424777 | Zig:1    | Entered Level 1 of a ziggurat
424777 | Zig:1    | Noticed a juggernaut
424777 | Zig:1    | Noticed a juggernaut
424777 | Zig:1    | Noticed a juggernaut
424777 | Zig:1    | Noticed a juggernaut
424777 | Zig:1    | Noticed a juggernaut
424777 | Zig:1    | Noticed a juggernaut
424777 | Zig:1    | Noticed a juggernaut
424777 | Zig:1    | Noticed a juggernaut
424779 | Zig:1    | Killed a juggernaut
424779 | Zig:1    | Killed a juggernaut
424779 | Zig:1    | Killed a juggernaut
424779 | Zig:1    | Killed a juggernaut
424779 | Zig:1    | Killed a juggernaut
424781 | Zig:1    | Killed a juggernaut
424781 | Zig:1    | Killed a juggernaut
424781 | Zig:1    | Killed a juggernaut
424835 | Zig:2    | Entered Level 2 of a ziggurat
424835 | Zig:2    | Noticed an ancient lich
424835 | Zig:2    | Noticed an ancient lich
424835 | Zig:2    | Noticed an ancient lich
424835 | Zig:2    | Noticed an ancient lich
424835 | Zig:2    | Noticed an ancient lich
424835 | Zig:2    | Noticed an ancient lich
424835 | Zig:2    | Noticed an ancient lich
424835 | Zig:2    | Noticed an ancient lich
424835 | Zig:2    | Noticed an ancient lich
424835 | Zig:2    | Noticed an ancient lich
424835 | Zig:2    | Noticed an ancient lich
424835 | Zig:2    | Noticed an ancient lich
424835 | Zig:2    | Noticed an ancient lich
424836 | Zig:2    | Killed an ancient lich
424836 | Zig:2    | Killed an ancient lich
424836 | Zig:2    | Killed an ancient lich
424837 | Zig:2    | Killed an ancient lich
424837 | Zig:2    | Killed an ancient lich
424837 | Zig:2    | Killed an ancient lich
424837 | Zig:2    | Killed an ancient lich
424837 | Zig:2    | Killed an ancient lich
424837 | Zig:2    | Killed an ancient lich
424837 | Zig:2    | Killed an ancient lich
424837 | Zig:2    | Killed an ancient lich
424837 | Zig:2    | Killed an ancient lich
424838 | Zig:2    | Killed an ancient lich
424876 | Zig:3    | Entered Level 3 of a ziggurat
424975 | Zig:4    | Entered Level 4 of a ziggurat
425125 | Zig:5    | Entered Level 5 of a ziggurat
425131 | Zig:5    | Noticed Pagivat the pandemonium lord
425147 | Zig:5    | Killed Pagivat the pandemonium lord
425192 | Zig:5    | Got a faintly glowing wooden ring
425194 | Zig:5    | Identified the ring of the Prince {rElec rF+ SInv Stlth+} (You found it on level 5 of a ziggurat)
425237 | Zig:6    | Entered Level 6 of a ziggurat
425266 | Zig:6    | Got a slimy wooden ring
425268 | Zig:6    | Identified the ring "Atesill" {AC+2 Int+4 Dex+2} (You found it on level 6 of a ziggurat)
425327 | Zig:7    | Entered Level 7 of a ziggurat
425486 | Zig:8    | Entered Level 8 of a ziggurat
425486 | Zig:8    | Noticed an ancient lich
425486 | Zig:8    | Noticed an ancient lich
425486 | Zig:8    | Noticed an ancient lich
425486 | Zig:8    | Noticed an ancient lich
425486 | Zig:8    | Noticed an ancient lich
425486 | Zig:8    | Noticed an ancient lich
425486 | Zig:8    | Noticed an ancient lich
425486 | Zig:8    | Noticed an ancient lich
425486 | Zig:8    | Noticed an ancient lich
425486 | Zig:8    | Noticed an ancient lich
425486 | Zig:8    | Noticed an ancient lich
425486 | Zig:8    | Noticed an ancient lich
425486 | Zig:8    | Noticed an ancient lich
425486 | Zig:8    | Noticed an ancient lich
425487 | Zig:8    | Killed an ancient lich
425487 | Zig:8    | Killed an ancient lich
425487 | Zig:8    | Killed an ancient lich
425487 | Zig:8    | Killed an ancient lich
425487 | Zig:8    | Killed an ancient lich
425487 | Zig:8    | Killed an ancient lich
425488 | Zig:8    | Noticed an ancient lich
425488 | Zig:8    | Noticed an ancient lich
425488 | Zig:8    | Noticed an ancient lich
425488 | Zig:8    | Noticed an ancient lich
425488 | Zig:8    | Noticed an ancient lich
425488 | Zig:8    | Noticed an ancient lich
425488 | Zig:8    | Killed an ancient lich
425488 | Zig:8    | Killed an ancient lich
425488 | Zig:8    | Killed an ancient lich
425488 | Zig:8    | Killed an ancient lich
425488 | Zig:8    | Killed an ancient lich
425488 | Zig:8    | Killed an ancient lich
425488 | Zig:8    | Killed an ancient lich
425488 | Zig:8    | Killed an ancient lich
425488 | Zig:8    | Killed an ancient lich
425489 | Zig:8    | Noticed an ancient lich
425489 | Zig:8    | Noticed an ancient lich
425489 | Zig:8    | Noticed an ancient lich
425489 | Zig:8    | Noticed an ancient lich
425489 | Zig:8    | Noticed an ancient lich
425489 | Zig:8    | Noticed an ancient lich
425489 | Zig:8    | Noticed an ancient lich
425489 | Zig:8    | Noticed an ancient lich
425490 | Zig:8    | Noticed an ancient lich
425491 | Zig:8    | Killed an ancient lich
425491 | Zig:8    | Killed an ancient lich
425492 | Zig:8    | Noticed an ancient lich
425492 | Zig:8    | Noticed an ancient lich
425492 | Zig:8    | Noticed an ancient lich
425492 | Zig:8    | Noticed an ancient lich
425492 | Zig:8    | Killed an ancient lich
425492 | Zig:8    | Killed an ancient lich
425493 | Zig:8    | Noticed an ancient lich
425493 | Zig:8    | Noticed an ancient lich
425493 | Zig:8    | Killed an ancient lich
425493 | Zig:8    | Killed an ancient lich
425493 | Zig:8    | Killed an ancient lich
425494 | Zig:8    | Noticed an ancient lich
425494 | Zig:8    | Noticed an ancient lich
425494 | Zig:8    | Noticed an ancient lich
425494 | Zig:8    | Killed an ancient lich
425494 | Zig:8    | Killed an ancient lich
425494 | Zig:8    | Killed an ancient lich
425494 | Zig:8    | Killed an ancient lich
425494 | Zig:8    | Killed an ancient lich
425495 | Zig:8    | Noticed an ancient lich
425495 | Zig:8    | Noticed an ancient lich
425495 | Zig:8    | Noticed an ancient lich
425495 | Zig:8    | Noticed an ancient lich
425495 | Zig:8    | Noticed an ancient lich
425495 | Zig:8    | Noticed an ancient lich
425495 | Zig:8    | Noticed an ancient lich
425495 | Zig:8    | Killed an ancient lich
425495 | Zig:8    | Killed an ancient lich
425495 | Zig:8    | Killed an ancient lich
425495 | Zig:8    | Killed an ancient lich
425496 | Zig:8    | Noticed an ancient lich
425496 | Zig:8    | Noticed an ancient lich
425496 | Zig:8    | Noticed an ancient lich
425496 | Zig:8    | Noticed an ancient lich
425496 | Zig:8    | Noticed an ancient lich
425496 | Zig:8    | Noticed an ancient lich
425496 | Zig:8    | Noticed an ancient lich
425497 | Zig:8    | Killed an ancient lich
425497 | Zig:8    | Killed an ancient lich
425497 | Zig:8    | Killed an ancient lich
425497 | Zig:8    | Killed an ancient lich
425497 | Zig:8    | Killed an ancient lich
425497 | Zig:8    | Killed an ancient lich
425497 | Zig:8    | Killed an ancient lich
425497 | Zig:8    | Killed an ancient lich
425497 | Zig:8    | Killed an ancient lich
425497 | Zig:8    | Killed an ancient lich
425497 | Zig:8    | Killed an ancient lich
425497 | Zig:8    | Killed an ancient lich
425497 | Zig:8    | Killed an ancient lich
425497 | Zig:8    | Killed an ancient lich
425497 | Zig:8    | Killed an ancient lich
425498 | Zig:8    | Noticed an ancient lich
425498 | Zig:8    | Noticed an ancient lich
425498 | Zig:8    | Noticed an ancient lich
425499 | Zig:8    | Noticed an ancient lich
425500 | Zig:8    | Killed an ancient lich
425500 | Zig:8    | Killed an ancient lich
425500 | Zig:8    | Killed an ancient lich
425500 | Zig:8    | Killed an ancient lich
425500 | Zig:8    | Killed an ancient lich
425500 | Zig:8    | Killed an ancient lich
425500 | Zig:8    | Killed an ancient lich
425500 | Zig:8    | Killed an ancient lich
425502 | Zig:8    | Killed an ancient lich
425502 | Zig:8    | Killed an ancient lich
425513 | Zig:8    | Got a scintillating bronze ring
425515 | Zig:8    | Got a warped golden ring
425517 | Zig:8    | Identified the ring of Coronation {rCorr +Blink MR- MP+9 Stlth+} (You found it on level 8 of a ziggurat)
425520 | Zig:8    | Identified the ring "Faobi" {rPois rC+ Stlth+} (You found it on level 8 of a ziggurat)
425605 | Zig:9    | Entered Level 9 of a ziggurat
425605 | Zig:9    | Noticed a juggernaut
425605 | Zig:9    | Noticed a juggernaut
425605 | Zig:9    | Noticed a juggernaut
425605 | Zig:9    | Noticed a juggernaut
425605 | Zig:9    | Noticed a juggernaut
425605 | Zig:9    | Noticed a juggernaut
425605 | Zig:9    | Noticed a juggernaut
425605 | Zig:9    | Noticed a juggernaut
425605 | Zig:9    | Noticed a juggernaut
425605 | Zig:9    | Noticed a juggernaut
425605 | Zig:9    | Noticed a juggernaut
425605 | Zig:9    | Noticed a juggernaut
425608 | Zig:9    | Noticed a juggernaut
425608 | Zig:9    | Noticed a juggernaut
425608 | Zig:9    | Noticed a juggernaut
425610 | Zig:9    | Noticed a juggernaut
425610 | Zig:9    | Noticed a juggernaut
425610 | Zig:9    | Noticed a juggernaut
425613 | Zig:9    | Noticed a juggernaut
425614 | Zig:9    | Killed a juggernaut
425614 | Zig:9    | Killed a juggernaut
425614 | Zig:9    | Killed a juggernaut
425614 | Zig:9    | Killed a juggernaut
425614 | Zig:9    | Killed a juggernaut
425614 | Zig:9    | Killed a juggernaut
425614 | Zig:9    | Killed a juggernaut
425614 | Zig:9    | Killed a juggernaut
425614 | Zig:9    | Killed a juggernaut
425614 | Zig:9    | Killed a juggernaut
425614 | Zig:9    | Killed a juggernaut
425614 | Zig:9    | Killed a juggernaut
425614 | Zig:9    | Killed a juggernaut
425614 | Zig:9    | Killed a juggernaut
425614 | Zig:9    | Killed a juggernaut
425614 | Zig:9    | Killed a juggernaut
425614 | Zig:9    | Killed a juggernaut
425614 | Zig:9    | Killed a juggernaut
425615 | Zig:9    | Noticed a juggernaut
425615 | Zig:9    | Noticed a juggernaut
425615 | Zig:9    | Noticed a juggernaut
425615 | Zig:9    | Noticed a juggernaut
425616 | Zig:9    | Noticed a juggernaut
425616 | Zig:9    | Noticed a juggernaut
425617 | Zig:9    | Noticed a juggernaut
425617 | Zig:9    | Noticed a juggernaut
425618 | Zig:9    | Noticed a juggernaut
425618 | Zig:9    | Killed a juggernaut
425620 | Zig:9    | Noticed a juggernaut
425621 | Zig:9    | Killed a juggernaut
425621 | Zig:9    | Killed a juggernaut
425621 | Zig:9    | Killed a juggernaut
425621 | Zig:9    | Killed a juggernaut
425621 | Zig:9    | Killed a juggernaut
425621 | Zig:9    | Killed a juggernaut
425621 | Zig:9    | Killed a juggernaut
425621 | Zig:9    | Killed a juggernaut
425621 | Zig:9    | Killed a juggernaut
425622 | Zig:9    | Noticed a juggernaut
425622 | Zig:9    | Noticed a juggernaut
425622 | Zig:9    | Noticed a juggernaut
425622 | Zig:9    | Noticed a juggernaut
425623 | Zig:9    | Noticed a juggernaut
425625 | Zig:9    | Noticed a juggernaut
425629 | Zig:9    | Killed a juggernaut
425629 | Zig:9    | Killed a juggernaut
425629 | Zig:9    | Killed a juggernaut
425629 | Zig:9    | Killed a juggernaut
425629 | Zig:9    | Killed a juggernaut
425629 | Zig:9    | Killed a juggernaut
425630 | Zig:9    | Noticed a juggernaut
425639 | Zig:9    | Killed a juggernaut
425639 | Zig:9    | Killed a juggernaut
425827 | Zig:10   | Entered Level 10 of a ziggurat
426079 | Zig:11   | Entered Level 11 of a ziggurat
426129 | Zig:11   | Identified Lodi Qac's Reference Book on the Ghastly Birds
426308 | Zig:11   | Got a twitching iron ring
426310 | Zig:11   | Identified the ring of Jealousy {+Fly rPois rF+ rC-} (You found it on level 11 of a ziggurat)
426321 | Zig:11   | Got a vibrating lead ring
426322 | Zig:11   | Identified the ring of Laremaom {rN++ Int+4 Dex-4 Slay+3 SInv} (You found it on level 11 of a ziggurat)
426351 | Zig:12   | Entered Level 12 of a ziggurat
426511 | Zig:12   | Got a faintly glowing bone ring
426513 | Zig:12   | Identified the ring "Bacaz" {rF+ EV+3 Str+2 Int+4 Dex-2} (You found it on level 12 of a ziggurat)
426520 | Zig:12   | Got a vibrating platinum ring
426521 | Zig:12   | Identified the ring of Awe {rPois Dex+2} (You found it on level 12 of a ziggurat)
426525 | Zig:12   | Identified the +1 pair of boots of Classification {*Drain rElec Int+3 Dex+2} (You found it on level 12 of a ziggurat)
426553 | Zig:12   | Got a twitching bronze ring
426554 | Zig:12   | Identified the ring "Riotaez" {rC+ rN+} (You found it on level 12 of a ziggurat)
426561 | Zig:12   | Identified the Tome of Necromancy and Shape Shifting
426625 | Zig:13   | Entered Level 13 of a ziggurat
426649 | Zig:13   | Identified Uhuet's Incunabulum of Curses and the Traveller
426724 | Zig:13   | Got a twitching wooden ring
426726 | Zig:13   | Identified the ring of Guafu {Ice Int+4 Slay+5} (You found it on level 13 of a ziggurat)
426730 | Zig:13   | Got a coiled steel amulet
426731 | Zig:13   | Identified the amulet of the Coward {Harm *Drain rF- MR+ Str+4} (You found it on level 13 of a ziggurat)
426752 | Zig:13   | Identified Fushreoco's Incunabulum of Supportive Good Luck
426855 | Zig:14   | Entered Level 14 of a ziggurat
426965 | Zig:14   | Got a twitching turquoise ring
426967 | Zig:14   | Identified the ring "Omuitof" {*Slow rPois MR+ MP+9 Stlth+} (You found it on level 14 of a ziggurat)
426971 | Zig:14   | Got a scorched amber ring
426972 | Zig:14   | Identified the ring "Cinimiur" {rF- rN+ Dex+2 Stlth-} (You found it on level 14 of a ziggurat)
426976 | Zig:14   | Got a scorched ivory ring
426977 | Zig:14   | Identified the ring of Nobility {rElec MP-9 Str+4 Dex-3 Stlth+} (You found it on level 14 of a ziggurat)
426995 | Zig:14   | Got a sparkling brass ring
426996 | Zig:14   | Identified the ring "Moatt" {+Blink SInv} (You found it on level 14 of a ziggurat)
427036 | Zig:15   | Entered Level 15 of a ziggurat
427157 | Zig:15   | Identified the +0 cloak "Waigor" {*Corrode rElec Int+5} (You found it on level 15 of a ziggurat)
427173 | Zig:15   | Got a shimmering diamond amulet
427174 | Zig:15   | Identified the amulet of Vot Foyn {Harm *Drain rElec rF- Str-3 SInv} (You found it on level 15 of a ziggurat)
427202 | Zig:15   | Got a brightly glowing pewter ring
427204 | Zig:15   | Identified the ring "Batomitz" {rC+ Int+3 Dex+4} (You found it on level 15 of a ziggurat)
427206 | Zig:15   | Got an ancient amethyst amulet
427207 | Zig:15   | Identified the amulet "Sigomiacs" {Reflect MR+ SH+4} (You found it on level 15 of a ziggurat)
427255 | Zig:16   | Entered Level 16 of a ziggurat
427297 | Zig:16   | Noticed Alarphots the pandemonium lord
427310 | Zig:16   | Killed Alarphots the pandemonium lord
427389 | Zig:16   | Identified the +2 cloak of Dogit {rCorr} (You found it on level 16 of a ziggurat)
427398 | Zig:16   | Got a sparkling lead ring
427400 | Zig:16   | Identified the ring of Xoate {Int+4 Dex+4 Stlth+} (You found it on level 16 of a ziggurat)
427559 | Zig:17   | Entered Level 17 of a ziggurat
427613 | Zig:17   | Noticed Kifuriep the pandemonium lord
427635 | Zig:17   | Killed Kifuriep the pandemonium lord
427728 | Zig:17   | Identified the +1 pair of boots "Wiolos" {MP+9 Str+3} (You found it on level 17 of a ziggurat)
427732 | Zig:17   | Got a steaming turquoise ring
427735 | Zig:17   | Identified the cursed ring of the Salmon {+Blink rC++ Dex-2} (You found it on level 17 of a ziggurat)
427761 | Zig:17   | Identified the Handbook of Feathers and Venom
427762 | Zig:17   | Identified the Disquisition on Poisonous Moulding
427935 | Zig:18   | Entered Level 18 of a ziggurat
428012 | Zig:18   | Got a scorched granite ring
428014 | Zig:18   | Identified the ring "Vumnaul" {+Fly rN+} (You found it on level 18 of a ziggurat)
428021 | Zig:18   | Got a pitted amber ring
428022 | Zig:18   | Identified the ring of Heitte {rElec rPois rN++ Int-2 SInv} (You found it on level 18 of a ziggurat)
428277 | Zig:18   | Identified Roabbeogu's Collected Works on Noxious Transformation
428289 | Zig:19   | Entered Level 19 of a ziggurat
428374 | Zig:19   | Identified the +2 cloak of the Ecumenical Temple {rF+ Str+6} (You found it on level 19 of a ziggurat)
428488 | Zig:19   | Got a glittering jade ring
428489 | Zig:19   | Identified the ring "Ecanifub" {+Inv rF+} (You found it on level 19 of a ziggurat)
428493 | Zig:19   | Identified Ybbusydd's Disquisition on Vitriolic Displacement
428562 | Zig:19   | Identified the +7 quick blade of the Eggplant {flame, Str+4} (You found it on level 19 of a ziggurat)
428575 | Zig:20   | Entered Level 20 of a ziggurat
428575 | Zig:20   | Noticed an ancient lich
428576 | Zig:20   | Killed an ancient lich
428625 | Zig:20   | Paralysed by accursed screaming for 2 turns
428717 | Zig:20   | Paralysed by accursed screaming for 1 turns
428795 | Zig:20   | Got a wavering steel ring
428796 | Zig:20   | Identified the ring of Reimbursement {+Blink rElec rPois MR+ Str+3} (You found it on level 20 of a ziggurat)
428978 | Zig:21   | Entered Level 21 of a ziggurat
429063 | Zig:21   | Got a crude iron ring
429064 | Zig:21   | Identified the ring of the Immovable Tales {rPois rN+ Int+4 Dex-4 SInv} (You found it on level 21 of a ziggurat)
429083 | Zig:21   | Got a wavering granite ring
429084 | Zig:21   | Identified the ring of Brilliance {rC+ rN+} (You found it on level 21 of a ziggurat)
429291 | Zig:21   | Identified Sif Muna's Compendium of Unstable Lightness
429296 | Zig:21   | Got a sparkling golden amulet
429297 | Zig:21   | Identified the amulet "Etudas" {Gourm rC+ MR+} (You found it on level 21 of a ziggurat)
429309 | Zig:21   | Got a smoking brass ring
429310 | Zig:21   | Identified the ring of Foyruov {+Blink rF+ rN+ MR++} (You found it on level 21 of a ziggurat)
429331 | Zig:21   | Got a glittering iron ring
429332 | Zig:21   | Identified the ring of Temptation {-Tele rElec Int+3 Dex+4 Stlth+} (You found it on level 21 of a ziggurat)
429396 | Zig:22   | Entered Level 22 of a ziggurat
429689 | Zig:22   | Identified Ucseddu's Incunabulum of Earth
429702 | Zig:22   | Got a wavering turquoise ring
429704 | Zig:22   | Identified the ring "Tiq Xuasi" {*Tele SInv} (You found it on level 22 of a ziggurat)
429870 | Zig:23   | Entered Level 23 of a ziggurat
429947 | Zig:23   | Got a slimy copper amulet
429969 | Zig:23   | Got a clouded bone ring
429971 | Zig:23   | Identified the ring "Xageiwoz" {Ice Dex+4 Stlth+} (You found it on level 23 of a ziggurat)
429986 | Zig:23   | Got a pitted ivory ring
429987 | Zig:23   | Identified the ring of the Scavenger {rElec MR+ Dex+4} (You found it on level 23 of a ziggurat)
430383 | Zig:24   | Entered Level 24 of a ziggurat
430385 | Zig:24   | Noticed a juggernaut
430386 | Zig:24   | Noticed a juggernaut
430387 | Zig:24   | Noticed a juggernaut
430387 | Zig:24   | Noticed a juggernaut
430387 | Zig:24   | Noticed a juggernaut
430388 | Zig:24   | Noticed a juggernaut
430388 | Zig:24   | Noticed a juggernaut
430390 | Zig:24   | Noticed a juggernaut
430391 | Zig:24   | Noticed a juggernaut
430391 | Zig:24   | Noticed a juggernaut
430392 | Zig:24   | Noticed a juggernaut
430392 | Zig:24   | Noticed a juggernaut
430392 | Zig:24   | Noticed a juggernaut
430393 | Zig:24   | Noticed a juggernaut
430394 | Zig:24   | Noticed a juggernaut
430394 | Zig:24   | Noticed a juggernaut
430396 | Zig:24   | Noticed a juggernaut
430396 | Zig:24   | Noticed a juggernaut
430396 | Zig:24   | Noticed a juggernaut
430396 | Zig:24   | Killed a juggernaut
430396 | Zig:24   | Killed a juggernaut
430396 | Zig:24   | Killed a juggernaut
430396 | Zig:24   | Killed a juggernaut
430396 | Zig:24   | Killed a juggernaut
430396 | Zig:24   | Killed a juggernaut
430396 | Zig:24   | Killed a juggernaut
430396 | Zig:24   | Killed a juggernaut
430396 | Zig:24   | Killed a juggernaut
430396 | Zig:24   | Killed a juggernaut
430396 | Zig:24   | Killed a juggernaut
430396 | Zig:24   | Killed a juggernaut
430396 | Zig:24   | Killed a juggernaut
430396 | Zig:24   | Killed a juggernaut
430396 | Zig:24   | Killed a juggernaut
430396 | Zig:24   | Killed a juggernaut
430397 | Zig:24   | Noticed a juggernaut
430397 | Zig:24   | Noticed a juggernaut
430397 | Zig:24   | Noticed a juggernaut
430397 | Zig:24   | Noticed a juggernaut
430397 | Zig:24   | Noticed a juggernaut
430397 | Zig:24   | Noticed a juggernaut
430398 | Zig:24   | Noticed a juggernaut
430398 | Zig:24   | Noticed a juggernaut
430398 | Zig:24   | Noticed a juggernaut
430398 | Zig:24   | Noticed a juggernaut
430398 | Zig:24   | Noticed a juggernaut
430398 | Zig:24   | Noticed a juggernaut
430398 | Zig:24   | Noticed a juggernaut
430399 | Zig:24   | Noticed a juggernaut
430399 | Zig:24   | Noticed a juggernaut
430399 | Zig:24   | Noticed a juggernaut
430399 | Zig:24   | Noticed a juggernaut
430399 | Zig:24   | Noticed a juggernaut
430399 | Zig:24   | Noticed a juggernaut
430399 | Zig:24   | Noticed a juggernaut
430400 | Zig:24   | Noticed a juggernaut
430401 | Zig:24   | Noticed a juggernaut
430401 | Zig:24   | Noticed a juggernaut
430401 | Zig:24   | Noticed a juggernaut
430402 | Zig:24   | Noticed a juggernaut
430403 | Zig:24   | Noticed a juggernaut
430405 | Zig:24   | Noticed a juggernaut
430406 | Zig:24   | Noticed a juggernaut
430409 | Zig:24   | Noticed a juggernaut
430409 | Zig:24   | Noticed a juggernaut
430409 | Zig:24   | Killed a juggernaut
430409 | Zig:24   | Killed a juggernaut
430409 | Zig:24   | Killed a juggernaut
430409 | Zig:24   | Killed a juggernaut
430409 | Zig:24   | Killed a juggernaut
430409 | Zig:24   | Killed a juggernaut
430409 | Zig:24   | Killed a juggernaut
430409 | Zig:24   | Killed a juggernaut
430409 | Zig:24   | Killed a juggernaut
430409 | Zig:24   | Killed a juggernaut
430409 | Zig:24   | Killed a juggernaut
430409 | Zig:24   | Killed a juggernaut
430409 | Zig:24   | Killed a juggernaut
430409 | Zig:24   | Killed a juggernaut
430409 | Zig:24   | Killed a juggernaut
430409 | Zig:24   | Killed a juggernaut
430409 | Zig:24   | Killed a juggernaut
430409 | Zig:24   | Killed a juggernaut
430409 | Zig:24   | Killed a juggernaut
430409 | Zig:24   | Killed a juggernaut
430409 | Zig:24   | Killed a juggernaut
430409 | Zig:24   | Killed a juggernaut
430409 | Zig:24   | Killed a juggernaut
430409 | Zig:24   | Killed a juggernaut
430409 | Zig:24   | Killed a juggernaut
430409 | Zig:24   | Killed a juggernaut
430409 | Zig:24   | Killed a juggernaut
430409 | Zig:24   | Killed a juggernaut
430409 | Zig:24   | Killed a juggernaut
430409 | Zig:24   | Killed a juggernaut
430409 | Zig:24   | Killed a juggernaut
430410 | Zig:24   | Noticed a juggernaut
430410 | Zig:24   | Noticed a juggernaut
430410 | Zig:24   | Noticed a juggernaut
430410 | Zig:24   | Noticed a juggernaut
430410 | Zig:24   | Noticed a juggernaut
430410 | Zig:24   | Noticed a juggernaut
430410 | Zig:24   | Noticed a juggernaut
430410 | Zig:24   | Noticed a juggernaut
430410 | Zig:24   | Noticed a juggernaut
430410 | Zig:24   | Noticed a juggernaut
430410 | Zig:24   | Noticed a juggernaut
430411 | Zig:24   | Noticed a juggernaut
430411 | Zig:24   | Noticed a juggernaut
430411 | Zig:24   | Noticed a juggernaut
430411 | Zig:24   | Noticed a juggernaut
430411 | Zig:24   | Noticed a juggernaut
430411 | Zig:24   | Noticed a juggernaut
430411 | Zig:24   | Noticed a juggernaut
430411 | Zig:24   | Noticed a juggernaut
430411 | Zig:24   | Noticed a juggernaut
430411 | Zig:24   | Noticed a juggernaut
430412 | Zig:24   | Noticed a juggernaut
430413 | Zig:24   | Noticed a juggernaut
430413 | Zig:24   | Noticed a juggernaut
430413 | Zig:24   | Noticed a juggernaut
430415 | Zig:24   | Noticed a juggernaut
430415 | Zig:24   | Killed a juggernaut
430415 | Zig:24   | Killed a juggernaut
430415 | Zig:24   | Killed a juggernaut
430415 | Zig:24   | Killed a juggernaut
430415 | Zig:24   | Killed a juggernaut
430415 | Zig:24   | Killed a juggernaut
430415 | Zig:24   | Killed a juggernaut
430415 | Zig:24   | Killed a juggernaut
430415 | Zig:24   | Killed a juggernaut
430415 | Zig:24   | Killed a juggernaut
430415 | Zig:24   | Killed a juggernaut
430415 | Zig:24   | Killed a juggernaut
430415 | Zig:24   | Killed a juggernaut
430415 | Zig:24   | Killed a juggernaut
430415 | Zig:24   | Killed a juggernaut
430415 | Zig:24   | Killed a juggernaut
430415 | Zig:24   | Killed a juggernaut
430415 | Zig:24   | Killed a juggernaut
430415 | Zig:24   | Killed a juggernaut
430415 | Zig:24   | Killed a juggernaut
430415 | Zig:24   | Killed a juggernaut
430415 | Zig:24   | Killed a juggernaut
430415 | Zig:24   | Killed a juggernaut
430415 | Zig:24   | Killed a juggernaut
430415 | Zig:24   | Killed a juggernaut
430415 | Zig:24   | Killed a juggernaut
430415 | Zig:24   | Killed a juggernaut
430416 | Zig:24   | Noticed a juggernaut
430416 | Zig:24   | Noticed a juggernaut
430416 | Zig:24   | Noticed a juggernaut
430416 | Zig:24   | Noticed a juggernaut
430416 | Zig:24   | Noticed a juggernaut
430416 | Zig:24   | Noticed a juggernaut
430416 | Zig:24   | Noticed a juggernaut
430416 | Zig:24   | Noticed a juggernaut
430416 | Zig:24   | Noticed a juggernaut
430416 | Zig:24   | Noticed a juggernaut
430416 | Zig:24   | Noticed a juggernaut
430417 | Zig:24   | Noticed a juggernaut
430417 | Zig:24   | Noticed a juggernaut
430417 | Zig:24   | Noticed a juggernaut
430417 | Zig:24   | Noticed a juggernaut
430417 | Zig:24   | Noticed a juggernaut
430417 | Zig:24   | Noticed a juggernaut
430417 | Zig:24   | Noticed a juggernaut
430418 | Zig:24   | Noticed a juggernaut
430418 | Zig:24   | Noticed a juggernaut
430418 | Zig:24   | Noticed a juggernaut
430418 | Zig:24   | Noticed a juggernaut
430418 | Zig:24   | Noticed a juggernaut
430419 | Zig:24   | Noticed a juggernaut
430419 | Zig:24   | Noticed a juggernaut
430419 | Zig:24   | Noticed a juggernaut
430420 | Zig:24   | Noticed a juggernaut
430420 | Zig:24   | Noticed a juggernaut
430420 | Zig:24   | Noticed a juggernaut
430420 | Zig:24   | Noticed a juggernaut
430421 | Zig:24   | Noticed a juggernaut
430421 | Zig:24   | Noticed a juggernaut
430422 | Zig:24   | Noticed a juggernaut
430422 | Zig:24   | Noticed a juggernaut
430423 | Zig:24   | Noticed a juggernaut
430423 | Zig:24   | Noticed a juggernaut
430423 | Zig:24   | Noticed a juggernaut
430423 | Zig:24   | Noticed a juggernaut
430424 | Zig:24   | Killed a juggernaut
430424 | Zig:24   | Killed a juggernaut
430424 | Zig:24   | Killed a juggernaut
430424 | Zig:24   | Killed a juggernaut
430424 | Zig:24   | Killed a juggernaut
430424 | Zig:24   | Killed a juggernaut
430424 | Zig:24   | Killed a juggernaut
430424 | Zig:24   | Killed a juggernaut
430424 | Zig:24   | Killed a juggernaut
430424 | Zig:24   | Killed a juggernaut
430424 | Zig:24   | Killed a juggernaut
430424 | Zig:24   | Killed a juggernaut
430424 | Zig:24   | Killed a juggernaut
430424 | Zig:24   | Killed a juggernaut
430424 | Zig:24   | Killed a juggernaut
430424 | Zig:24   | Killed a juggernaut
430424 | Zig:24   | Killed a juggernaut
430424 | Zig:24   | Killed a juggernaut
430424 | Zig:24   | Killed a juggernaut
430424 | Zig:24   | Killed a juggernaut
430424 | Zig:24   | Killed a juggernaut
430424 | Zig:24   | Killed a juggernaut
430424 | Zig:24   | Killed a juggernaut
430424 | Zig:24   | Killed a juggernaut
430424 | Zig:24   | Killed a juggernaut
430424 | Zig:24   | Killed a juggernaut
430425 | Zig:24   | Noticed a juggernaut
430425 | Zig:24   | Noticed a juggernaut
430425 | Zig:24   | Noticed a juggernaut
430425 | Zig:24   | Noticed a juggernaut
430425 | Zig:24   | Noticed a juggernaut
430425 | Zig:24   | Noticed a juggernaut
430425 | Zig:24   | Noticed a juggernaut
430425 | Zig:24   | Noticed a juggernaut
430426 | Zig:24   | Noticed a juggernaut
430427 | Zig:24   | Noticed a juggernaut
430427 | Zig:24   | Noticed a juggernaut
430427 | Zig:24   | Noticed a juggernaut
430427 | Zig:24   | Noticed a juggernaut
430428 | Zig:24   | Noticed a juggernaut
430428 | Zig:24   | Noticed a juggernaut
430428 | Zig:24   | Noticed a juggernaut
430429 | Zig:24   | Noticed a juggernaut
430430 | Zig:24   | Noticed a juggernaut
430430 | Zig:24   | Noticed a juggernaut
430430 | Zig:24   | Killed a juggernaut
430431 | Zig:24   | Noticed a juggernaut
430432 | Zig:24   | Noticed a juggernaut
430432 | Zig:24   | Noticed a juggernaut
430432 | Zig:24   | Noticed a juggernaut
430432 | Zig:24   | Killed a juggernaut
430432 | Zig:24   | Killed a juggernaut
430432 | Zig:24   | Killed a juggernaut
430432 | Zig:24   | Killed a juggernaut
430432 | Zig:24   | Killed a juggernaut
430432 | Zig:24   | Killed a juggernaut
430432 | Zig:24   | Killed a juggernaut
430432 | Zig:24   | Killed a juggernaut
430432 | Zig:24   | Killed a juggernaut
430432 | Zig:24   | Killed a juggernaut
430432 | Zig:24   | Killed a juggernaut
430432 | Zig:24   | Killed a juggernaut
430432 | Zig:24   | Killed a juggernaut
430432 | Zig:24   | Killed a juggernaut
430432 | Zig:24   | Killed a juggernaut
430432 | Zig:24   | Killed a juggernaut
430432 | Zig:24   | Killed a juggernaut
430432 | Zig:24   | Killed a juggernaut
430432 | Zig:24   | Killed a juggernaut
430432 | Zig:24   | Killed a juggernaut
430432 | Zig:24   | Killed a juggernaut
430432 | Zig:24   | Killed a juggernaut
430432 | Zig:24   | Killed a juggernaut
430432 | Zig:24   | Killed a juggernaut
430432 | Zig:24   | Killed a juggernaut
430432 | Zig:24   | Killed a juggernaut
430432 | Zig:24   | Killed a juggernaut
430432 | Zig:24   | Killed a juggernaut
430432 | Zig:24   | Killed a juggernaut
430432 | Zig:24   | Killed a juggernaut
430432 | Zig:24   | Killed a juggernaut
430432 | Zig:24   | Killed a juggernaut
430434 | Zig:24   | Noticed a juggernaut
430434 | Zig:24   | Noticed a juggernaut
430435 | Zig:24   | Noticed a juggernaut
430437 | Zig:24   | Noticed a juggernaut
430437 | Zig:24   | Noticed a juggernaut
430440 | Zig:24   | Noticed a juggernaut
430440 | Zig:24   | Noticed a juggernaut
430442 | Zig:24   | Noticed a juggernaut
430442 | Zig:24   | Noticed a juggernaut
430442 | Zig:24   | Noticed a juggernaut
430442 | Zig:24   | Noticed a juggernaut
430444 | Zig:24   | Noticed a juggernaut
430444 | Zig:24   | Noticed a juggernaut
430444 | Zig:24   | Killed a juggernaut
430444 | Zig:24   | Killed a juggernaut
430444 | Zig:24   | Killed a juggernaut
430444 | Zig:24   | Killed a juggernaut
430444 | Zig:24   | Killed a juggernaut
430444 | Zig:24   | Killed a juggernaut
430444 | Zig:24   | Killed a juggernaut
430444 | Zig:24   | Killed a juggernaut
430444 | Zig:24   | Killed a juggernaut
430444 | Zig:24   | Killed a juggernaut
430444 | Zig:24   | Killed a juggernaut
430444 | Zig:24   | Killed a juggernaut
430444 | Zig:24   | Killed a juggernaut
430445 | Zig:24   | Noticed a juggernaut
430445 | Zig:24   | Noticed a juggernaut
430445 | Zig:24   | Noticed a juggernaut
430445 | Zig:24   | Noticed a juggernaut
430445 | Zig:24   | Noticed a juggernaut
430445 | Zig:24   | Noticed a juggernaut
430446 | Zig:24   | Noticed a juggernaut
430446 | Zig:24   | Noticed a juggernaut
430447 | Zig:24   | Noticed a juggernaut
430450 | Zig:24   | Noticed a juggernaut
430450 | Zig:24   | Killed a juggernaut
430453 | Zig:24   | Killed a juggernaut
430453 | Zig:24   | Killed a juggernaut
430453 | Zig:24   | Killed a juggernaut
430453 | Zig:24   | Killed a juggernaut
430453 | Zig:24   | Killed a juggernaut
430453 | Zig:24   | Killed a juggernaut
430453 | Zig:24   | Killed a juggernaut
430453 | Zig:24   | Killed a juggernaut
430453 | Zig:24   | Killed a juggernaut
430453 | Zig:24   | Killed a juggernaut
430453 | Zig:24   | Killed a juggernaut
430453 | Zig:24   | Killed a juggernaut
430458 | Zig:24   | Noticed a juggernaut
430479 | Zig:24   | Killed a juggernaut
430496 | Zig:24   | Identified the +1 cloak "Pinoi" {Int+4 Dex+4} (You found it on level 24 of a ziggurat)
430728 | Zig:24   | Identified the amulet "Ysmoseg" {Reflect rF+ MP-9 Str+2 SH+3 Stlth+} (You found it on level 23 of a ziggurat)
430730 | Zig:24   | Identified Isitrar's Compendium of Destructive Aid
430756 | Zig:24   | Got an ancient steel ring
430757 | Zig:24   | Identified the ring of Xeexiohim {-Tele rF+ rC+ Str+3} (You found it on level 24 of a ziggurat)
430890 | Zig:25   | Entered Level 25 of a ziggurat
431113 | Zig:25   | Got a flickering bronze ring
431115 | Zig:25   | Identified the cursed ring of Kacwim {*Contam *Drain AC-3 Int+8} (You found it on level 25 of a ziggurat)
431120 | Zig:25   | Got a vibrating golden ring
431121 | Zig:25   | Identified the ring "Viock" {*Slow +Fly Slay+5} (You found it on level 25 of a ziggurat)
431133 | Zig:25   | Identified the +0 pair of boots of Synchronized Stabbing {rN+} (You found it on level 25 of a ziggurat)
431146 | Zig:25   | Got a clouded brass amulet
431147 | Zig:25   | Identified the amulet of the Median {Spirit rPois rF+ Int+3} (You found it on level 25 of a ziggurat)
431422 | Zig:25   | Identified the Volume of Calling
431435 | Zig:26   | Entered Level 26 of a ziggurat
431495 | Zig:26   | Noticed Nudotek the pandemonium lord
431522 | Zig:26   | Killed Nudotek the pandemonium lord
431696 | Zig:26   | Identified the cursed +0 pair of boots of Ybaxih {*Slow rF++ Str+3 SInv} (You found it on level 26 of a ziggurat)
431700 | Zig:26   | Got a fine marble ring
431701 | Zig:26   | Identified the ring "Buta" {rC- rN+ MP+9 Str+5} (You found it on level 26 of a ziggurat)
431714 | Zig:26   | Got a faintly glowing turquoise ring
431715 | Zig:26   | Identified the ring of Exafoxebar {*Drain rN+ Dex+4} (You found it on level 26 of a ziggurat)
431719 | Zig:26   | Got a shimmering bronze ring
431720 | Zig:26   | Identified the ring of Yrchittoi {+Blink MP-9 Str+3 Int+4} (You found it on level 26 of a ziggurat)
431731 | Zig:26   | Got a shimmering brass ring
431732 | Zig:26   | Identified the ring of the Secret Ships {rF+++ MR- EV+3 Dex+9} (You found it on level 26 of a ziggurat)
431734 | Zig:26   | Got a translucent pewter ring
431735 | Zig:26   | Identified the ring "Obleid Duca" {+Fly MP+9 AC+3} (You found it on level 26 of a ziggurat)
431759 | Zig:26   | Got a slimy garnet amulet
431760 | Zig:26   | Identified the amulet of Wanoez Fynt {*Drain +Blink rN+ Regen+ Str+2} (You found it on level 26 of a ziggurat)
431961 | Zig:27   | Entered Level 27 of a ziggurat
432037 | Zig:27   | Got an ancient pewter ring
432039 | Zig:27   | Identified the ring of Kiasi {Wiz Slay+2} (You found it on level 27 of a ziggurat)
432048 | Zig:27   | Got a fine graven amulet
432049 | Zig:27   | Identified the amulet "Ijups" {Faith rElec Str+7 Dex-3} (You found it on level 27 of a ziggurat)
432054 | Zig:27   | Got a sparkling tin ring
432055 | Zig:27   | Identified the ring "Pawiut" {rPois rN+ Int+4} (You found it on level 27 of a ziggurat)
432060 | Zig:27   | Got an ancient bone ring
432061 | Zig:27   | Identified the ring of Imiff {MP+9 Int+2} (You found it on level 27 of a ziggurat)
432068 | Zig:27   | Got a faintly glowing bone ring
432069 | Zig:27   | Identified the ring "Vuckue" {rC- Str+3 SInv Stlth+} (You found it on level 27 of a ziggurat)
432086 | Zig:27   | Got a glittering copper ring
432087 | Zig:27   | Identified the ring "Kameq" {AC+4 Slay+3} (You found it on level 27 of a ziggurat)
432313 | Zig:27   | Identified the cursed +3 broad axe of Watchfulness {drain, rN+ MR++} (You found it on level 27 of a ziggurat)
432415 | Zig:1    | Entered Level 1 of a ziggurat
432439 | Zig:2    | Entered Level 2 of a ziggurat
432439 | Zig:2    | Noticed an ancient lich
432439 | Zig:2    | Noticed an ancient lich
432439 | Zig:2    | Noticed an ancient lich
432439 | Zig:2    | Noticed an ancient lich
432439 | Zig:2    | Noticed an ancient lich
432439 | Zig:2    | Noticed an ancient lich
432439 | Zig:2    | Noticed an ancient lich
432439 | Zig:2    | Noticed an ancient lich
432439 | Zig:2    | Noticed an ancient lich
432440 | Zig:2    | Killed an ancient lich
432440 | Zig:2    | Killed an ancient lich
432440 | Zig:2    | Killed an ancient lich
432440 | Zig:2    | Killed an ancient lich
432440 | Zig:2    | Killed an ancient lich
432440 | Zig:2    | Killed an ancient lich
432442 | Zig:2    | Killed an ancient lich
432443 | Zig:2    | Killed an ancient lich
432444 | Zig:2    | Killed an ancient lich
432500 | Zig:3    | Entered Level 3 of a ziggurat
432500 | Zig:3    | Noticed an ancient lich
432500 | Zig:3    | Noticed an ancient lich
432500 | Zig:3    | Noticed an ancient lich
432500 | Zig:3    | Noticed an ancient lich
432500 | Zig:3    | Noticed an ancient lich
432500 | Zig:3    | Noticed an ancient lich
432500 | Zig:3    | Noticed an ancient lich
432500 | Zig:3    | Noticed an ancient lich
432500 | Zig:3    | Noticed an ancient lich
432500 | Zig:3    | Noticed an ancient lich
432500 | Zig:3    | Noticed an ancient lich
432500 | Zig:3    | Noticed an ancient lich
432500 | Zig:3    | Noticed an ancient lich
432500 | Zig:3    | Noticed an ancient lich
432500 | Zig:3    | Noticed an ancient lich
432500 | Zig:3    | Noticed an ancient lich
432501 | Zig:3    | Killed an ancient lich
432501 | Zig:3    | Killed an ancient lich
432501 | Zig:3    | Killed an ancient lich
432501 | Zig:3    | Killed an ancient lich
432501 | Zig:3    | Killed an ancient lich
432502 | Zig:3    | Killed an ancient lich
432502 | Zig:3    | Killed an ancient lich
432502 | Zig:3    | Killed an ancient lich
432502 | Zig:3    | Killed an ancient lich
432502 | Zig:3    | Killed an ancient lich
432502 | Zig:3    | Killed an ancient lich
432502 | Zig:3    | Killed an ancient lich
432502 | Zig:3    | Killed an ancient lich
432502 | Zig:3    | Killed an ancient lich
432502 | Zig:3    | Killed an ancient lich
432502 | Zig:3    | Killed an ancient lich
432503 | Zig:3    | Noticed an ancient lich
432506 | Zig:3    | Noticed an ancient lich
432506 | Zig:3    | Noticed an ancient lich
432507 | Zig:3    | Noticed an ancient lich
432508 | Zig:3    | Killed an ancient lich
432508 | Zig:3    | Killed an ancient lich
432509 | Zig:3    | Killed an ancient lich
432509 | Zig:3    | Killed an ancient lich
432523 | Zig:3    | Got a flickering amber ring
432525 | Zig:3    | Identified the ring "Dourigg" {*Slow +Fly rN++ Str+3 Stlth+} (You found it on level 3 of a ziggurat)
432563 | Zig:4    | Entered Level 4 of a ziggurat
432650 | Zig:5    | Entered Level 5 of a ziggurat
432650 | Zig:5    | Noticed an ancient lich
432650 | Zig:5    | Noticed an ancient lich
432650 | Zig:5    | Noticed an ancient lich
432650 | Zig:5    | Noticed an ancient lich
432650 | Zig:5    | Noticed an ancient lich
432650 | Zig:5    | Noticed an ancient lich
432650 | Zig:5    | Noticed an ancient lich
432650 | Zig:5    | Noticed an ancient lich
432650 | Zig:5    | Noticed an ancient lich
432650 | Zig:5    | Noticed an ancient lich
432650 | Zig:5    | Noticed an ancient lich
432650 | Zig:5    | Noticed an ancient lich
432650 | Zig:5    | Noticed an ancient lich
432650 | Zig:5    | Noticed an ancient lich
432651 | Zig:5    | Killed an ancient lich
432651 | Zig:5    | Killed an ancient lich
432651 | Zig:5    | Killed an ancient lich
432651 | Zig:5    | Killed an ancient lich
432651 | Zig:5    | Killed an ancient lich
432651 | Zig:5    | Killed an ancient lich
432651 | Zig:5    | Killed an ancient lich
432652 | Zig:5    | Noticed an ancient lich
432652 | Zig:5    | Noticed an ancient lich
432652 | Zig:5    | Killed an ancient lich
432652 | Zig:5    | Killed an ancient lich
432652 | Zig:5    | Killed an ancient lich
432652 | Zig:5    | Killed an ancient lich
432652 | Zig:5    | Killed an ancient lich
432652 | Zig:5    | Killed an ancient lich
432652 | Zig:5    | Killed an ancient lich
432653 | Zig:5    | Noticed an ancient lich
432654 | Zig:5    | Noticed an ancient lich
432655 | Zig:5    | Noticed an ancient lich
432655 | Zig:5    | Noticed an ancient lich
432655 | Zig:5    | Killed an ancient lich
432655 | Zig:5    | Killed an ancient lich
432656 | Zig:5    | Noticed an ancient lich
432656 | Zig:5    | Noticed an ancient lich
432657 | Zig:5    | Noticed an ancient lich
432657 | Zig:5    | Noticed an ancient lich
432657 | Zig:5    | Noticed an ancient lich
432657 | Zig:5    | Killed an ancient lich
432657 | Zig:5    | Killed an ancient lich
432658 | Zig:5    | Killed an ancient lich
432658 | Zig:5    | Killed an ancient lich
432658 | Zig:5    | Killed an ancient lich
432661 | Zig:5    | Killed an ancient lich
432661 | Zig:5    | Killed an ancient lich
432661 | Zig:5    | Killed an ancient lich
432661 | Zig:5    | Killed an ancient lich
432674 | Zig:5    | Identified Sif Muna's Volume of Warped Unholy Arts
432718 | Zig:6    | Entered Level 6 of a ziggurat
432718 | Zig:6    | Noticed an ancient lich
432718 | Zig:6    | Noticed an ancient lich
432718 | Zig:6    | Noticed an ancient lich
432718 | Zig:6    | Noticed an ancient lich
432719 | Zig:6    | Killed an ancient lich
432719 | Zig:6    | Killed an ancient lich
432719 | Zig:6    | Killed an ancient lich
432720 | Zig:6    | Killed an ancient lich
432721 | Zig:6    | Noticed an ancient lich
432721 | Zig:6    | Noticed an ancient lich
432724 | Zig:6    | Killed an ancient lich
432724 | Zig:6    | Killed an ancient lich
432726 | Zig:6    | Noticed an ancient lich
432726 | Zig:6    | Noticed an ancient lich
432726 | Zig:6    | Noticed an ancient lich
432726 | Zig:6    | Noticed an ancient lich
432726 | Zig:6    | Noticed an ancient lich
432726 | Zig:6    | Noticed an ancient lich
432727 | Zig:6    | Noticed an ancient lich
432728 | Zig:6    | Noticed an ancient lich
432729 | Zig:6    | Noticed an ancient lich
432729 | Zig:6    | Noticed an ancient lich
432730 | Zig:6    | Noticed an ancient lich
432730 | Zig:6    | Killed an ancient lich
432730 | Zig:6    | Killed an ancient lich
432730 | Zig:6    | Killed an ancient lich
432730 | Zig:6    | Killed an ancient lich
432730 | Zig:6    | Killed an ancient lich
432730 | Zig:6    | Killed an ancient lich
432730 | Zig:6    | Killed an ancient lich
432730 | Zig:6    | Killed an ancient lich
432731 | Zig:6    | Noticed an ancient lich
432732 | Zig:6    | Noticed an ancient lich
432732 | Zig:6    | Killed an ancient lich
432732 | Zig:6    | Killed an ancient lich
432733 | Zig:6    | Noticed an ancient lich
432734 | Zig:6    | Killed an ancient lich
432735 | Zig:6    | Noticed an ancient lich
432735 | Zig:6    | Killed an ancient lich
432735 | Zig:6    | Killed an ancient lich
432736 | Zig:6    | Killed an ancient lich
432737 | Zig:6    | Killed an ancient lich
432740 | Zig:6    | Identified the Disquisition on the Boosting Glacier
432743 | Zig:6    | Got a faintly glowing steel amulet
432744 | Zig:6    | Identified the amulet of Lady Luck {Inacc -Tele rElec MP-9 Int+5} (You found it on level 6 of a ziggurat)
432810 | Zig:7    | Entered Level 7 of a ziggurat
432810 | Zig:7    | Noticed Heshum the pandemonium lord
432810 | Zig:7    | Noticed Ruleist the pandemonium lord
432810 | Zig:7    | Noticed Plog the pandemonium lord
432810 | Zig:7    | Noticed Goosm the pandemonium lord
432810 | Zig:7    | Noticed Xeidono the pandemonium lord
432810 | Zig:7    | Noticed Tozil the pandemonium lord
432810 | Zig:7    | Noticed Egil Qeo the pandemonium lord
432810 | Zig:7    | Noticed Wowinloq the pandemonium lord
432810 | Zig:7    | Noticed Xamegang the pandemonium lord
432810 | Zig:7    | Noticed Vipn the pandemonium lord
432810 | Zig:7    | Noticed Jishoerome the pandemonium lord
432810 | Zig:7    | Noticed Etusaff the pandemonium lord
432810 | Zig:7    | Noticed Boffefo the pandemonium lord
432810 | Zig:7    | Noticed Liro the pandemonium lord
432810 | Zig:7    | Noticed Pues Tea the pandemonium lord
432810 | Zig:7    | Noticed Ikilovib the pandemonium lord
432810 | Zig:7    | Noticed Xangir the pandemonium lord
432810 | Zig:7    | Noticed Lozuokh the pandemonium lord
432810 | Zig:7    | Noticed Cyaph the pandemonium lord
432810 | Zig:7    | Noticed Dacauseh the pandemonium lord
432810 | Zig:7    | Noticed Xudd the pandemonium lord
432810 | Zig:7    | Noticed Zarey the pandemonium lord
432810 | Zig:7    | Noticed Keshroipt the pandemonium lord
432810 | Zig:7    | Noticed Ciep the pandemonium lord
432810 | Zig:7    | Noticed Wocweecse the pandemonium lord
432810 | Zig:7    | Noticed Gewkaod the pandemonium lord
432810 | Zig:7    | Noticed Emicitoh the pandemonium lord
432810 | Zig:7    | Noticed Lufeg the pandemonium lord
432810 | Zig:7    | Noticed Pomu the pandemonium lord
432810 | Zig:7    | Noticed Niticsiv the pandemonium lord
432810 | Zig:7    | Noticed Ymoppame the pandemonium lord
432810 | Zig:7    | Noticed Lohuext the pandemonium lord
432810 | Zig:7    | Noticed Umian the pandemonium lord
432810 | Zig:7    | Noticed Pajeut the pandemonium lord
432810 | Zig:7    | Noticed Hyineh the pandemonium lord
432810 | Zig:7    | Noticed Gaixtas the pandemonium lord
432810 | Zig:7    | Noticed Zulaim the pandemonium lord
432810 | Zig:7    | Noticed Inibit the pandemonium lord
432812 | Zig:7    | Noticed Woesh the pandemonium lord
432813 | Zig:7    | Noticed Kokex the pandemonium lord
432813 | Zig:7    | Killed Emicitoh the pandemonium lord
432813 | Zig:7    | Killed Xudd the pandemonium lord
432813 | Zig:7    | Killed Heshum the pandemonium lord
432813 | Zig:7    | Killed Plog the pandemonium lord
432813 | Zig:7    | Killed Vipn the pandemonium lord
432813 | Zig:7    | Killed Pajeut the pandemonium lord
432813 | Zig:7    | Killed Liro the pandemonium lord
432814 | Zig:7    | Noticed Juboguid the pandemonium lord
432814 | Zig:7    | Noticed Behivviv the pandemonium lord
432814 | Zig:7    | Noticed Fohove Ducw the pandemonium lord
432814 | Zig:7    | Killed Gewkaod the pandemonium lord
432814 | Zig:7    | Killed Pomu the pandemonium lord
432814 | Zig:7    | Killed Niticsiv the pandemonium lord
432814 | Zig:7    | Killed Wocweecse the pandemonium lord
432814 | Zig:7    | Killed Zulaim the pandemonium lord
432815 | Zig:7    | Noticed Baem Xus the pandemonium lord
432815 | Zig:7    | Noticed Kib Edd the pandemonium lord
432815 | Zig:7    | Noticed Famu the pandemonium lord
432815 | Zig:7    | Noticed Hiosan the pandemonium lord
432815 | Zig:7    | Killed Hyineh the pandemonium lord
432815 | Zig:7    | Killed Behivviv the pandemonium lord
432815 | Zig:7    | Killed Xangir the pandemonium lord
432815 | Zig:7    | Killed Etusaff the pandemonium lord
432815 | Zig:7    | Killed Inibit the pandemonium lord
432815 | Zig:7    | Killed Lohuext the pandemonium lord
432815 | Zig:7    | Killed Ymoppame the pandemonium lord
432815 | Zig:7    | Killed Cyaph the pandemonium lord
432815 | Zig:7    | Killed Famu the pandemonium lord
432816 | Zig:7    | Noticed Liasch the pandemonium lord
432816 | Zig:7    | Noticed Purghu Bybru the pandemonium lord
432816 | Zig:7    | Killed Gaixtas the pandemonium lord
432816 | Zig:7    | Killed Pues Tea the pandemonium lord
432816 | Zig:7    | Killed Ruleist the pandemonium lord
432816 | Zig:7    | Killed Ciep the pandemonium lord
432816 | Zig:7    | Killed Wowinloq the pandemonium lord
432816 | Zig:7    | Killed Xeidono the pandemonium lord
432816 | Zig:7    | Killed Dacauseh the pandemonium lord
432816 | Zig:7    | Killed Kib Edd the pandemonium lord
432817 | Zig:7    | Noticed Jixtunom the pandemonium lord
432817 | Zig:7    | Noticed Odwan the pandemonium lord
432818 | Zig:7    | Noticed Lonnyr Lufan the pandemonium lord
432818 | Zig:7    | Noticed Digg the pandemonium lord
432818 | Zig:7    | Noticed Joki the pandemonium lord
432819 | Zig:7    | Killed Xamegang the pandemonium lord
432819 | Zig:7    | Killed Lufeg the pandemonium lord
432819 | Zig:7    | Killed Ikilovib the pandemonium lord
432819 | Zig:7    | Killed Hiosan the pandemonium lord
432820 | Zig:7    | Noticed Ofaaqur the pandemonium lord
432820 | Zig:7    | Noticed Diaseoj the pandemonium lord
432821 | Zig:7    | Killed Zarey the pandemonium lord
432821 | Zig:7    | Killed Odwan the pandemonium lord
432821 | Zig:7    | Killed Liasch the pandemonium lord
432822 | Zig:7    | Noticed Jucwac the pandemonium lord
432823 | Zig:7    | Killed Lozuokh the pandemonium lord
432823 | Zig:7    | Killed Lonnyr Lufan the pandemonium lord
432823 | Zig:7    | Killed Jishoerome the pandemonium lord
432824 | Zig:7    | Noticed Kituwe the pandemonium lord
432825 | Zig:7    | Noticed Benimet the pandemonium lord
432826 | Zig:7    | Killed Juboguid the pandemonium lord
432826 | Zig:7    | Killed Umian the pandemonium lord
432827 | Zig:7    | Killed Tozil the pandemonium lord
432827 | Zig:7    | Killed Fohove Ducw the pandemonium lord
432827 | Zig:7    | Killed Jucwac the pandemonium lord
432827 | Zig:7    | Killed Woesh the pandemonium lord
432827 | Zig:7    | Killed Kituwe the pandemonium lord
432827 | Zig:7    | Killed Goosm the pandemonium lord
432828 | Zig:7    | Noticed Istyit the pandemonium lord
432828 | Zig:7    | Noticed Wufiel the pandemonium lord
432828 | Zig:7    | Noticed Vuammop the pandemonium lord
432830 | Zig:7    | Killed Purghu Bybru the pandemonium lord
432831 | Zig:7    | Killed Kokex the pandemonium lord
432832 | Zig:7    | Killed Baem Xus the pandemonium lord
432832 | Zig:7    | Killed Jixtunom the pandemonium lord
432833 | Zig:7    | Killed Wufiel the pandemonium lord
432834 | Zig:7    | Killed Digg the pandemonium lord
432835 | Zig:7    | Noticed Xatreas the pandemonium lord
432835 | Zig:7    | Noticed Juriunoo the pandemonium lord
432835 | Zig:7    | Noticed Ebbened the pandemonium lord
432835 | Zig:7    | Killed Boffefo the pandemonium lord
432835 | Zig:7    | Killed Ofaaqur the pandemonium lord
432836 | Zig:7    | Killed Benimet the pandemonium lord
432836 | Zig:7    | Killed Diaseoj the pandemonium lord
432836 | Zig:7    | Killed Vuammop the pandemonium lord
432836 | Zig:7    | Killed Juriunoo the pandemonium lord
432836 | Zig:7    | Killed Keshroipt the pandemonium lord
432836 | Zig:7    | Killed Egil Qeo the pandemonium lord
432836 | Zig:7    | Killed Xatreas the pandemonium lord
432836 | Zig:7    | Killed Joki the pandemonium lord
432837 | Zig:7    | Noticed Pausaedi the pandemonium lord
432837 | Zig:7    | Killed Istyit the pandemonium lord
432838 | Zig:7    | Noticed Gibunwaj the pandemonium lord
432838 | Zig:7    | Noticed Qaduimp the pandemonium lord
432838 | Zig:7    | Killed Xodyag the pandemonium lord
432839 | Zig:7    | Killed Gibunwaj the pandemonium lord
432839 | Zig:7    | Killed Tymihan the pandemonium lord
432841 | Zig:7    | Noticed Onuimoc the pandemonium lord
432841 | Zig:7    | Killed Onuimoc the pandemonium lord
432841 | Zig:7    | Killed Pausaedi the pandemonium lord
432841 | Zig:7    | Killed Nennaf the pandemonium lord
432842 | Zig:7    | Noticed Zuorr the pandemonium lord
432843 | Zig:7    | Noticed Ymofah the pandemonium lord
432845 | Zig:7    | Noticed Yxirch the pandemonium lord
432847 | Zig:7    | Killed Zuorr the pandemonium lord
432849 | Zig:7    | Noticed Lodad the pandemonium lord
432849 | Zig:7    | Killed Ebbened the pandemonium lord
432851 | Zig:7    | Killed Lodad the pandemonium lord
432851 | Zig:7    | Killed Yxirch the pandemonium lord
432852 | Zig:7    | Killed Qaduimp the pandemonium lord
432852 | Zig:7    | Killed Ymofah the pandemonium lord
432862 | Zig:7    | Noticed Tycam the pandemonium lord
432863 | Zig:7    | Killed Tycam the pandemonium lord
432891 | Zig:7    | Got a fine brass ring
432893 | Zig:7    | Identified the ring "Qoamm" {*Tele *Contam rPois rC+ Str+8 Dex+4} (You found it on level 7 of a ziggurat)
432916 | Zig:7    | Identified the quicksilver dragon scales of the Elven Halls {-Tele rF++ MR+ Regen+ Slay+2} (You found it on level 7 of a ziggurat)
433183 | Zig:8    | Entered Level 8 of a ziggurat
433234 | Zig:8    | Got a faintly glowing graven amulet
433235 | Zig:8    | Identified the amulet "Foxoo" {Spirit rF+ Slay+3} (You found it on level 8 of a ziggurat)
433254 | Zig:8    | Got a smoking silver ring
433256 | Zig:8    | Identified the ring of the First Tales {rF+ MR+ MP+9 EV+2 Dex-2} (You found it on level 8 of a ziggurat)
433288 | Zig:9    | Entered Level 9 of a ziggurat
433288 | Zig:9    | Noticed an ancient lich
433288 | Zig:9    | Noticed an ancient lich
433288 | Zig:9    | Noticed an ancient lich
433288 | Zig:9    | Noticed an ancient lich
433288 | Zig:9    | Noticed an ancient lich
433288 | Zig:9    | Noticed an ancient lich
433288 | Zig:9    | Noticed an ancient lich
433288 | Zig:9    | Noticed an ancient lich
433288 | Zig:9    | Noticed an ancient lich
433288 | Zig:9    | Noticed an ancient lich
433288 | Zig:9    | Noticed an ancient lich
433288 | Zig:9    | Noticed an ancient lich
433288 | Zig:9    | Noticed an ancient lich
433288 | Zig:9    | Noticed an ancient lich
433289 | Zig:9    | Killed an ancient lich
433289 | Zig:9    | Killed an ancient lich
433289 | Zig:9    | Killed an ancient lich
433289 | Zig:9    | Killed an ancient lich
433289 | Zig:9    | Killed an ancient lich
433289 | Zig:9    | Noticed an ancient lich
433290 | Zig:9    | Noticed an ancient lich
433290 | Zig:9    | Noticed an ancient lich
433290 | Zig:9    | Noticed an ancient lich
433290 | Zig:9    | Noticed an ancient lich
433290 | Zig:9    | Noticed an ancient lich
433290 | Zig:9    | Killed an ancient lich
433290 | Zig:9    | Killed an ancient lich
433290 | Zig:9    | Killed an ancient lich
433290 | Zig:9    | Killed an ancient lich
433290 | Zig:9    | Killed an ancient lich
433290 | Zig:9    | Killed an ancient lich
433290 | Zig:9    | Killed an ancient lich
433290 | Zig:9    | Killed an ancient lich
433290 | Zig:9    | Killed an ancient lich
433290 | Zig:9    | Killed an ancient lich
433290 | Zig:9    | Killed an ancient lich
433291 | Zig:9    | Noticed an ancient lich
433291 | Zig:9    | Noticed an ancient lich
433292 | Zig:9    | Killed an ancient lich
433293 | Zig:9    | Noticed an ancient lich
433294 | Zig:9    | Killed an ancient lich
433294 | Zig:9    | Killed an ancient lich
433294 | Zig:9    | Killed an ancient lich
433295 | Zig:9    | Noticed an ancient lich
433295 | Zig:9    | Noticed an ancient lich
433295 | Zig:9    | Noticed an ancient lich
433295 | Zig:9    | Killed an ancient lich
433295 | Zig:9    | Killed an ancient lich
433296 | Zig:9    | Noticed an ancient lich
433296 | Zig:9    | Noticed an ancient lich
433296 | Zig:9    | Noticed an ancient lich
433297 | Zig:9    | Noticed an ancient lich
433297 | Zig:9    | Noticed an ancient lich
433297 | Zig:9    | Noticed an ancient lich
433297 | Zig:9    | Noticed an ancient lich
433298 | Zig:9    | Noticed an ancient lich
433298 | Zig:9    | Noticed an ancient lich
433298 | Zig:9    | Noticed an ancient lich
433299 | Zig:9    | Killed an ancient lich
433299 | Zig:9    | Killed an ancient lich
433299 | Zig:9    | Killed an ancient lich
433299 | Zig:9    | Killed an ancient lich
433299 | Zig:9    | Killed an ancient lich
433299 | Zig:9    | Killed an ancient lich
433299 | Zig:9    | Killed an ancient lich
433299 | Zig:9    | Killed an ancient lich
433299 | Zig:9    | Killed an ancient lich
433299 | Zig:9    | Killed an ancient lich
433300 | Zig:9    | Noticed an ancient lich
433300 | Zig:9    | Noticed an ancient lich
433301 | Zig:9    | Noticed an ancient lich
433301 | Zig:9    | Killed an ancient lich
433301 | Zig:9    | Killed an ancient lich
433302 | Zig:9    | Noticed an ancient lich
433302 | Zig:9    | Noticed an ancient lich
433302 | Zig:9    | Noticed an ancient lich
433302 | Zig:9    | Noticed an ancient lich
433302 | Zig:9    | Noticed an ancient lich
433302 | Zig:9    | Noticed an ancient lich
433302 | Zig:9    | Noticed an ancient lich
433302 | Zig:9    | Killed an ancient lich
433302 | Zig:9    | Killed an ancient lich
433303 | Zig:9    | Noticed an ancient lich
433303 | Zig:9    | Noticed an ancient lich
433303 | Zig:9    | Noticed an ancient lich
433303 | Zig:9    | Noticed an ancient lich
433303 | Zig:9    | Killed an ancient lich
433303 | Zig:9    | Killed an ancient lich
433304 | Zig:9    | Noticed an ancient lich
433304 | Zig:9    | Noticed an ancient lich
433304 | Zig:9    | Killed an ancient lich
433304 | Zig:9    | Killed an ancient lich
433304 | Zig:9    | Killed an ancient lich
433304 | Zig:9    | Killed an ancient lich
433304 | Zig:9    | Killed an ancient lich
433305 | Zig:9    | Noticed an ancient lich
433305 | Zig:9    | Noticed an ancient lich
433305 | Zig:9    | Noticed an ancient lich
433305 | Zig:9    | Noticed an ancient lich
433305 | Zig:9    | Killed an ancient lich
433305 | Zig:9    | Killed an ancient lich
433305 | Zig:9    | Killed an ancient lich
433305 | Zig:9    | Killed an ancient lich
433305 | Zig:9    | Killed an ancient lich
433305 | Zig:9    | Killed an ancient lich
433306 | Zig:9    | Noticed an ancient lich
433306 | Zig:9    | Noticed an ancient lich
433306 | Zig:9    | Noticed an ancient lich
433309 | Zig:9    | Killed an ancient lich
433309 | Zig:9    | Killed an ancient lich
433309 | Zig:9    | Killed an ancient lich
433309 | Zig:9    | Killed an ancient lich
433309 | Zig:9    | Killed an ancient lich
433309 | Zig:9    | Killed an ancient lich
433309 | Zig:9    | Killed an ancient lich
433309 | Zig:9    | Killed an ancient lich
433311 | Zig:9    | Killed an ancient lich
433312 | Zig:9    | Killed an ancient lich
433388 | Zig:9    | Identified the +9 broad axe "Xicer" {freeze, rPois rC- Dex+4 Stlth+} (You found it on level 9 of a ziggurat)
433398 | Zig:10   | Entered Level 10 of a ziggurat
433561 | Zig:10   | Got a flickering silver amulet
433562 | Zig:10   | Identified the amulet "Nusiakh" {rN+ Regen+ SInv} (You found it on level 10 of a ziggurat)
433573 | Zig:10   | Got a brightly glowing diamond amulet
433574 | Zig:10   | Identified the amulet "Fick" {+Rage Int+3} (You found it on level 10 of a ziggurat)
433578 | Zig:10   | Identified the cursed -1 pair of gloves of the Tundras {Regen+} (You found it on level 10 of a ziggurat)
433624 | Zig:11   | Entered Level 11 of a ziggurat
433818 | Zig:12   | Entered Level 12 of a ziggurat
433854 | Zig:12   | Noticed an ancient lich
433856 | Zig:12   | Killed an ancient lich
433906 | Zig:12   | Killed a starcursed mass
433907 | Zig:12   | Killed a starcursed mass
433926 | Zig:12   | Got a faintly glowing graven amulet
433927 | Zig:12   | Identified the amulet "Ozoent" {Spirit MR+ MP+9} (You found it on level 12 of a ziggurat)
433930 | Zig:12   | Identified the cursed -2 pair of gloves of Soets {+Blink} (You found it on level 12 of a ziggurat)
434035 | Zig:12   | Identified Cariqyso's Collected Works on Ignition and Protection
434045 | Zig:13   | Entered Level 13 of a ziggurat
434045 | Zig:13   | Noticed Ytott the pandemonium lord
434045 | Zig:13   | Noticed Gydeanle the pandemonium lord
434045 | Zig:13   | Noticed Wuijaif the pandemonium lord
434045 | Zig:13   | Noticed Imoah the pandemonium lord
434045 | Zig:13   | Noticed Ixkyco the pandemonium lord
434045 | Zig:13   | Noticed Riug the pandemonium lord
434045 | Zig:13   | Noticed Voov the pandemonium lord
434045 | Zig:13   | Noticed Zucaohu the pandemonium lord
434045 | Zig:13   | Noticed Kisos the pandemonium lord
434045 | Zig:13   | Noticed Qefoy the pandemonium lord
434045 | Zig:13   | Noticed Vuvoir the pandemonium lord
434045 | Zig:13   | Noticed Moghur the pandemonium lord
434045 | Zig:13   | Noticed Taotu the pandemonium lord
434045 | Zig:13   | Noticed Zudwoc the pandemonium lord
434045 | Zig:13   | Noticed Muohix the pandemonium lord
434045 | Zig:13   | Noticed Votath the pandemonium lord
434045 | Zig:13   | Noticed Jiomesirgh the pandemonium lord
434045 | Zig:13   | Noticed Fatecof the pandemonium lord
434045 | Zig:13   | Noticed Nor Lirph the pandemonium lord
434045 | Zig:13   | Noticed Suip the pandemonium lord
434045 | Zig:13   | Noticed Qitareke the pandemonium lord
434045 | Zig:13   | Noticed Duoqu the pandemonium lord
434045 | Zig:13   | Noticed Heutikix the pandemonium lord
434045 | Zig:13   | Noticed Vuluefedo the pandemonium lord
434045 | Zig:13   | Noticed Yhucioqo the pandemonium lord
434045 | Zig:13   | Noticed Ecash the pandemonium lord
434045 | Zig:13   | Noticed Mieps the pandemonium lord
434045 | Zig:13   | Noticed Teveneva the pandemonium lord
434045 | Zig:13   | Noticed Wocyac the pandemonium lord
434045 | Zig:13   | Noticed Xafir the pandemonium lord
434045 | Zig:13   | Noticed Tasic the pandemonium lord
434045 | Zig:13   | Noticed Roituch the pandemonium lord
434045 | Zig:13   | Noticed Nemetuw the pandemonium lord
434045 | Zig:13   | Noticed Coithyap the pandemonium lord
434045 | Zig:13   | Noticed Hafad the pandemonium lord
434045 | Zig:13   | Noticed Faam the pandemonium lord
434045 | Zig:13   | Noticed Wingovek the pandemonium lord
434045 | Zig:13   | Noticed Kudghomu the pandemonium lord
434045 | Zig:13   | Noticed Izxiurorr the pandemonium lord
434045 | Zig:13   | Noticed Doravvux the pandemonium lord
434045 | Zig:13   | Noticed Zygor the pandemonium lord
434045 | Zig:13   | Noticed Teac the pandemonium lord
434045 | Zig:13   | Noticed Luret the pandemonium lord
434045 | Zig:13   | Noticed Lamaeh the pandemonium lord
434045 | Zig:13   | Noticed Restiv the pandemonium lord
434047 | Zig:13   | Noticed Usibulais the pandemonium lord
434047 | Zig:13   | Noticed Vorompi the pandemonium lord
434047 | Zig:13   | Killed Tasic the pandemonium lord
434047 | Zig:13   | Killed Heutikix the pandemonium lord
434047 | Zig:13   | Killed Vuvoir the pandemonium lord
434048 | Zig:13   | Noticed Oniawa the pandemonium lord
434048 | Zig:13   | Noticed Pett the pandemonium lord
434048 | Zig:13   | Noticed Luemoh the pandemonium lord
434048 | Zig:13   | Killed Teveneva the pandemonium lord
434048 | Zig:13   | Killed Kudghomu the pandemonium lord
434048 | Zig:13   | Killed Fatecof the pandemonium lord
434049 | Zig:13   | Noticed Osieq the pandemonium lord
434049 | Zig:13   | Killed Duoqu the pandemonium lord
434049 | Zig:13   | Killed Vuluefedo the pandemonium lord
434049 | Zig:13   | Killed Gydeanle the pandemonium lord
434050 | Zig:13   | Noticed Loacich the pandemonium lord
434050 | Zig:13   | Noticed Satucaku the pandemonium lord
434050 | Zig:13   | Noticed Nedor the pandemonium lord
434050 | Zig:13   | Killed Suip the pandemonium lord
434051 | Zig:13   | Killed Wuijaif the pandemonium lord
434051 | Zig:13   | Killed Teac the pandemonium lord
434051 | Zig:13   | Killed Wocyac the pandemonium lord
434051 | Zig:13   | Killed Restiv the pandemonium lord
434051 | Zig:13   | Killed Zucaohu the pandemonium lord
434051 | Zig:13   | Killed Lamaeh the pandemonium lord
434052 | Zig:13   | Noticed Usoe the pandemonium lord
434052 | Zig:13   | Noticed Holufal the pandemonium lord
434052 | Zig:13   | Killed Roituch the pandemonium lord
434052 | Zig:13   | Killed Coithyap the pandemonium lord
434053 | Zig:13   | Killed Jiomesirgh the pandemonium lord
434053 | Zig:13   | Killed Luret the pandemonium lord
434054 | Zig:13   | Noticed Rotaffau the pandemonium lord
434054 | Zig:13   | Noticed Ibbeqowk the pandemonium lord
434054 | Zig:13   | Noticed Athru the pandemonium lord
434054 | Zig:13   | Noticed Cempeef the pandemonium lord
434054 | Zig:13   | Killed Zudwoc the pandemonium lord
434054 | Zig:13   | Killed Nemetuw the pandemonium lord
434054 | Zig:13   | Killed Ytott the pandemonium lord
434055 | Zig:13   | Killed Votath the pandemonium lord
434057 | Zig:13   | Noticed Agasuk the pandemonium lord
434057 | Zig:13   | Noticed Watros the pandemonium lord
434060 | Zig:13   | Killed Doravvux the pandemonium lord
434060 | Zig:13   | Killed Ecash the pandemonium lord
434060 | Zig:13   | Killed Xafir the pandemonium lord
434060 | Zig:13   | Killed Qefoy the pandemonium lord
434060 | Zig:13   | Killed Faam the pandemonium lord
434061 | Zig:13   | Killed Luemoh the pandemonium lord
434063 | Zig:13   | Killed Muohix the pandemonium lord
434063 | Zig:13   | Killed Izxiurorr the pandemonium lord
434063 | Zig:13   | Killed Rotaffau the pandemonium lord
434063 | Zig:13   | Killed Zygor the pandemonium lord
434063 | Zig:13   | Killed Hafad the pandemonium lord
434064 | Zig:13   | Killed Watros the pandemonium lord
434064 | Zig:13   | Killed Wingovek the pandemonium lord
434064 | Zig:13   | Killed Imoah the pandemonium lord
434064 | Zig:13   | Killed Voov the pandemonium lord
434065 | Zig:13   | Noticed Niafyput the pandemonium lord
434065 | Zig:13   | Noticed Nevosk the pandemonium lord
434066 | Zig:13   | Noticed Afemisav the pandemonium lord
434066 | Zig:13   | Noticed Vaosef the pandemonium lord
434066 | Zig:13   | Killed Nor Lirph the pandemonium lord
434067 | Zig:13   | Noticed Utwozuda the pandemonium lord
434067 | Zig:13   | Noticed Fiatuj Iggo the pandemonium lord
434068 | Zig:13   | Noticed Jonteky the pandemonium lord
434068 | Zig:13   | Noticed Jacez the pandemonium lord
434068 | Zig:13   | Killed Pett the pandemonium lord
434068 | Zig:13   | Killed Moghur the pandemonium lord
434068 | Zig:13   | Killed Agasuk the pandemonium lord
434068 | Zig:13   | Killed Cempeef the pandemonium lord
434068 | Zig:13   | Killed Ixkyco the pandemonium lord
434068 | Zig:13   | Killed Loacich the pandemonium lord
434069 | Zig:13   | Noticed Plog the pandemonium lord
434069 | Zig:13   | Noticed Utoe the pandemonium lord
434069 | Zig:13   | Killed Vorompi the pandemonium lord
434069 | Zig:13   | Killed Taotu the pandemonium lord
434069 | Zig:13   | Killed Afemisav the pandemonium lord
434069 | Zig:13   | Killed Kynof the pandemonium lord
434069 | Zig:13   | Killed Mieps the pandemonium lord
434070 | Zig:13   | Noticed Fodulir the pandemonium lord
434071 | Zig:13   | Noticed Avuih the pandemonium lord
434071 | Zig:13   | Noticed Teiw the pandemonium lord
434071 | Zig:13   | Killed Nevosk the pandemonium lord
434071 | Zig:13   | Killed Fodulir the pandemonium lord
434071 | Zig:13   | Killed Usibulais the pandemonium lord
434072 | Zig:13   | Noticed Rofan the pandemonium lord
434072 | Zig:13   | Noticed Genucy the pandemonium lord
434072 | Zig:13   | Noticed Depajuah the pandemonium lord
434073 | Zig:13   | Noticed Qaobajoq the pandemonium lord
434073 | Zig:13   | Killed Utwozuda the pandemonium lord
434073 | Zig:13   | Killed Genucy the pandemonium lord
434073 | Zig:13   | Killed Utoe the pandemonium lord
434073 | Zig:13   | Killed Yhucioqo the pandemonium lord
434073 | Zig:13   | Killed Jonteky the pandemonium lord
434073 | Zig:13   | Killed Fiatuj Iggo the pandemonium lord
434073 | Zig:13   | Killed Usoe the pandemonium lord
434073 | Zig:13   | Killed Nedor the pandemonium lord
434074 | Zig:13   | Noticed Piurozei the pandemonium lord
434074 | Zig:13   | Noticed Qemp the pandemonium lord
434075 | Zig:13   | Noticed Jimo Cico the pandemonium lord
434075 | Zig:13   | Noticed Leigaweerch the pandemonium lord
434076 | Zig:13   | Noticed Ubruon the pandemonium lord
434076 | Zig:13   | Killed Qaobajoq the pandemonium lord
434076 | Zig:13   | Killed Satucaku the pandemonium lord
434076 | Zig:13   | Killed Athru the pandemonium lord
434077 | Zig:13   | Noticed Voiciesing the pandemonium lord
434077 | Zig:13   | Noticed Koghiph the pandemonium lord
434077 | Zig:13   | Killed Vaosef the pandemonium lord
434077 | Zig:13   | Killed Jacez the pandemonium lord
434078 | Zig:13   | Noticed Metile the pandemonium lord
434078 | Zig:13   | Noticed Putegoab the pandemonium lord
434078 | Zig:13   | Killed Koghiph the pandemonium lord
434078 | Zig:13   | Killed Teiw the pandemonium lord
434078 | Zig:13   | Killed Qitareke the pandemonium lord
434078 | Zig:13   | Killed Riug the pandemonium lord
434078 | Zig:13   | Killed Oniawa the pandemonium lord
434079 | Zig:13   | Noticed Rotom the pandemonium lord
434079 | Zig:13   | Noticed Bemum the pandemonium lord
434079 | Zig:13   | Killed Piurozei the pandemonium lord
434079 | Zig:13   | Killed Rotom the pandemonium lord
434079 | Zig:13   | Killed Niafyput the pandemonium lord
434079 | Zig:13   | Killed Leigaweerch the pandemonium lord
434079 | Zig:13   | Killed Osieq the pandemonium lord
434079 | Zig:13   | Killed Plog the pandemonium lord
434079 | Zig:13   | Killed Rofan the pandemonium lord
434080 | Zig:13   | Noticed Woshalyoba the pandemonium lord
434080 | Zig:13   | Noticed Kyfos the pandemonium lord
434080 | Zig:13   | Noticed Onaudd the pandemonium lord
434080 | Zig:13   | Noticed Beunk the pandemonium lord
434081 | Zig:13   | Killed Ibbeqowk the pandemonium lord
434081 | Zig:13   | Killed Jimo Cico the pandemonium lord
434081 | Zig:13   | Killed Lotun the pandemonium lord
434081 | Zig:13   | Killed Nenuk the pandemonium lord
434081 | Zig:13   | Killed Depajuah the pandemonium lord
434082 | Zig:13   | Noticed Ypurhamey the pandemonium lord
434082 | Zig:13   | Noticed Beohaare the pandemonium lord
434082 | Zig:13   | Killed Beunk the pandemonium lord
434082 | Zig:13   | Killed Zinaixuq the pandemonium lord
434082 | Zig:13   | Killed Woshalyoba the pandemonium lord
434082 | Zig:13   | Killed Holufal the pandemonium lord
434082 | Zig:13   | Killed Putegoab the pandemonium lord
434082 | Zig:13   | Killed Pybeu the pandemonium lord
434083 | Zig:13   | Noticed Lugek the pandemonium lord
434083 | Zig:13   | Noticed Jeofozug the pandemonium lord
434083 | Zig:13   | Noticed Jupicvut the pandemonium lord
434084 | Zig:13   | Noticed Ithrusid the pandemonium lord
434084 | Zig:13   | Noticed Vacunyat the pandemonium lord
434084 | Zig:13   | Noticed Zibi the pandemonium lord
434086 | Zig:13   | Killed Avuih the pandemonium lord
434086 | Zig:13   | Killed Ubruon the pandemonium lord
434087 | Zig:13   | Noticed Xofud the pandemonium lord
434087 | Zig:13   | Killed Beohaare the pandemonium lord
434087 | Zig:13   | Killed Bemum the pandemonium lord
434088 | Zig:13   | Noticed Mufabee the pandemonium lord
434088 | Zig:13   | Noticed Zenanluz the pandemonium lord
434088 | Zig:13   | Noticed Eklohipp the pandemonium lord
434089 | Zig:13   | Noticed Dezes the pandemonium lord
434090 | Zig:13   | Noticed Zifoegg the pandemonium lord
434090 | Zig:13   | Noticed Jeonocal the pandemonium lord
434090 | Zig:13   | Killed Zenanluz the pandemonium lord
434090 | Zig:13   | Killed Voiciesing the pandemonium lord
434090 | Zig:13   | Killed Lugek the pandemonium lord
434091 | Zig:13   | Killed Onaudd the pandemonium lord
434091 | Zig:13   | Killed Suodu the pandemonium lord
434092 | Zig:13   | Noticed Riwkuu the pandemonium lord
434092 | Zig:13   | Noticed Somudoe the pandemonium lord
434092 | Zig:13   | Noticed Dejilet the pandemonium lord
434094 | Zig:13   | Noticed Bommoum the pandemonium lord
434095 | Zig:13   | Killed Qemp the pandemonium lord
434095 | Zig:13   | Killed Xofud the pandemonium lord
434095 | Zig:13   | Killed Zifoegg the pandemonium lord
434095 | Zig:13   | Killed Kisos the pandemonium lord
434095 | Zig:13   | Killed Eklohipp the pandemonium lord
434095 | Zig:13   | Killed Mufabee the pandemonium lord
434096 | Zig:13   | Noticed Kicun the pandemonium lord
434096 | Zig:13   | Killed Metile the pandemonium lord
434096 | Zig:13   | Killed Jeofozug the pandemonium lord
434097 | Zig:13   | Noticed Meykas Ymix the pandemonium lord
434097 | Zig:13   | Noticed Viofeid the pandemonium lord
434097 | Zig:13   | Noticed Geat the pandemonium lord
434098 | Zig:13   | Noticed Ydustiot the pandemonium lord
434098 | Zig:13   | Noticed Toehuib the pandemonium lord
434098 | Zig:13   | Noticed Kaipp the pandemonium lord
434099 | Zig:13   | Noticed Uzel the pandemonium lord
434099 | Zig:13   | Killed Somudoe the pandemonium lord
434099 | Zig:13   | Killed Jeonocal the pandemonium lord
434100 | Zig:13   | Noticed Xinkar the pandemonium lord
434100 | Zig:13   | Noticed Letoust the pandemonium lord
434100 | Zig:13   | Noticed Resm the pandemonium lord
434101 | Zig:13   | Noticed Imper the pandemonium lord
434101 | Zig:13   | Noticed Hubuc the pandemonium lord
434102 | Zig:13   | Killed Kaipp the pandemonium lord
434102 | Zig:13   | Killed Riwkuu the pandemonium lord
434102 | Zig:13   | Killed Kicun the pandemonium lord
434102 | Zig:13   | Killed Toehuib the pandemonium lord
434102 | Zig:13   | Killed Ypurhamey the pandemonium lord
434102 | Zig:13   | Killed Zibi the pandemonium lord
434102 | Zig:13   | Killed Vacunyat the pandemonium lord
434102 | Zig:13   | Killed Hubuc the pandemonium lord
434102 | Zig:13   | Killed Kyfos the pandemonium lord
434102 | Zig:13   | Killed Bommoum the pandemonium lord
434103 | Zig:13   | Killed Resm the pandemonium lord
434104 | Zig:13   | Noticed Gatopna the pandemonium lord
434105 | Zig:13   | Killed Dezes the pandemonium lord
434105 | Zig:13   | Killed Jupicvut the pandemonium lord
434105 | Zig:13   | Killed Viofeid the pandemonium lord
434106 | Zig:13   | Noticed Xemuadem the pandemonium lord
434107 | Zig:13   | Noticed Vele the pandemonium lord
434108 | Zig:13   | Killed Dejilet the pandemonium lord
434109 | Zig:13   | Killed Gatopna the pandemonium lord
434109 | Zig:13   | Killed Letoust the pandemonium lord
434110 | Zig:13   | Killed Xinkar the pandemonium lord
434110 | Zig:13   | Killed Vele the pandemonium lord
434110 | Zig:13   | Killed Imper the pandemonium lord
434110 | Zig:13   | Killed Geat the pandemonium lord
434110 | Zig:13   | Killed Ithrusid the pandemonium lord
434112 | Zig:13   | Killed Uzel the pandemonium lord
434112 | Zig:13   | Killed Puhelew the pandemonium lord
434113 | Zig:13   | Noticed Fuzibbin the pandemonium lord
434115 | Zig:13   | Noticed Tyjorophe the pandemonium lord
434116 | Zig:13   | Noticed Ipishrop the pandemonium lord
434116 | Zig:13   | Noticed Waloag the pandemonium lord
434116 | Zig:13   | Killed Funamm the pandemonium lord
434116 | Zig:13   | Killed Xemuadem the pandemonium lord
434117 | Zig:13   | Noticed Ahekit the pandemonium lord
434117 | Zig:13   | Noticed Kyugg the pandemonium lord
434117 | Zig:13   | Noticed Rypnie the pandemonium lord
434117 | Zig:13   | Killed Rypnie the pandemonium lord
434117 | Zig:13   | Killed Egadehef the pandemonium lord
434118 | Zig:13   | Noticed Rusier the pandemonium lord
434118 | Zig:13   | Killed Ynuirph the pandemonium lord
434119 | Zig:13   | Noticed Zapnos the pandemonium lord
434120 | Zig:13   | Noticed Wear the pandemonium lord
434120 | Zig:13   | Killed Zapnos the pandemonium lord
434120 | Zig:13   | Killed Ydustiot the pandemonium lord
434120 | Zig:13   | Killed Wear the pandemonium lord
434120 | Zig:13   | Killed Waloag the pandemonium lord
434120 | Zig:13   | Killed Ahekit the pandemonium lord
434121 | Zig:13   | Noticed Qoymahi the pandemonium lord
434121 | Zig:13   | Noticed Jixtot the pandemonium lord
434122 | Zig:13   | Noticed Qabavaej the pandemonium lord
434123 | Zig:13   | Noticed Haic the pandemonium lord
434123 | Zig:13   | Noticed Ewereewn the pandemonium lord
434123 | Zig:13   | Noticed Heamiym the pandemonium lord
434124 | Zig:13   | Noticed Wiati the pandemonium lord
434124 | Zig:13   | Noticed Ozxymudi the pandemonium lord
434125 | Zig:13   | Killed Heamiym the pandemonium lord
434127 | Zig:13   | Killed Jixtot the pandemonium lord
434127 | Zig:13   | Killed Fuzibbin the pandemonium lord
434127 | Zig:13   | Killed Haic the pandemonium lord
434129 | Zig:13   | Noticed Omeomuywu the pandemonium lord
434130 | Zig:13   | Noticed Bess the pandemonium lord
434130 | Zig:13   | Killed Rusier the pandemonium lord
434131 | Zig:13   | Noticed Tiap the pandemonium lord
434131 | Zig:13   | Noticed Qibipufa the pandemonium lord
434131 | Zig:13   | Killed Ipishrop the pandemonium lord
434132 | Zig:13   | Noticed Ogyeq the pandemonium lord
434132 | Zig:13   | Noticed Renataro the pandemonium lord
434132 | Zig:13   | Killed Qoymahi the pandemonium lord
434133 | Zig:13   | Noticed Sasettej the pandemonium lord
434134 | Zig:13   | Noticed Hestroag the pandemonium lord
434134 | Zig:13   | Killed Qabavaej the pandemonium lord
434134 | Zig:13   | Killed Omeomuywu the pandemonium lord
434134 | Zig:13   | Killed Kyugg the pandemonium lord
434134 | Zig:13   | Killed Meykas Ymix the pandemonium lord
434134 | Zig:13   | Killed Qumo Ato the pandemonium lord
434134 | Zig:13   | Killed Ozxymudi the pandemonium lord
434134 | Zig:13   | Killed Tyjorophe the pandemonium lord
434134 | Zig:13   | Killed Wiati the pandemonium lord
434134 | Zig:13   | Killed Qibipufa the pandemonium lord
434134 | Zig:13   | Killed Ewereewn the pandemonium lord
434134 | Zig:13   | Killed Renataro the pandemonium lord
434135 | Zig:13   | Noticed Xitirphu the pandemonium lord
434136 | Zig:13   | Noticed Fiyqerof the pandemonium lord
434137 | Zig:13   | Killed Hestroag the pandemonium lord
434138 | Zig:13   | Noticed Qyuczuam the pandemonium lord
434138 | Zig:13   | Noticed Gumoli Qasku the pandemonium lord
434141 | Zig:13   | Noticed Enleku the pandemonium lord
434142 | Zig:13   | Killed Sasettej the pandemonium lord
434144 | Zig:13   | Noticed Hujydd the pandemonium lord
434145 | Zig:13   | Noticed Vaegek the pandemonium lord
434146 | Zig:13   | Noticed Puycy the pandemonium lord
434147 | Zig:13   | Noticed Aklicado the pandemonium lord
434147 | Zig:13   | Noticed Gaocrago the pandemonium lord
434149 | Zig:13   | Killed Ogyeq the pandemonium lord
434150 | Zig:13   | Noticed Sakauruy the pandemonium lord
434152 | Zig:13   | Noticed Varphu the pandemonium lord
434154 | Zig:13   | Killed Qyuczuam the pandemonium lord
434155 | Zig:13   | Killed Gumoli Qasku the pandemonium lord
434156 | Zig:13   | Noticed Zocempinu the pandemonium lord
434156 | Zig:13   | Killed Tiap the pandemonium lord
434158 | Zig:13   | Noticed Xachot the pandemonium lord
434160 | Zig:13   | Killed Gaocrago the pandemonium lord
434160 | Zig:13   | Killed Puycy the pandemonium lord
434160 | Zig:13   | Killed Bess the pandemonium lord
434161 | Zig:13   | Noticed Vimaafit the pandemonium lord
434163 | Zig:13   | Killed Aklicado the pandemonium lord
434164 | Zig:13   | Noticed Juoron the pandemonium lord
434168 | Zig:13   | Killed Sakauruy the pandemonium lord
434171 | Zig:13   | Killed Zocempinu the pandemonium lord
434172 | Zig:13   | Noticed Noputios the pandemonium lord
434181 | Zig:13   | Noticed Wifresal the pandemonium lord
434184 | Zig:13   | Killed Xitirphu the pandemonium lord
434188 | Zig:13   | Noticed Laloaqul the pandemonium lord
434190 | Zig:13   | Killed Enleku the pandemonium lord
434192 | Zig:13   | Noticed Beloesoi the pandemonium lord
434192 | Zig:13   | Noticed Ruer Weu the pandemonium lord
434192 | Zig:13   | Noticed Datt the pandemonium lord
434192 | Zig:13   | Noticed Issa the pandemonium lord
434192 | Zig:13   | Noticed Uzilar the pandemonium lord
434193 | Zig:13   | Noticed Lauteod the pandemonium lord
434193 | Zig:13   | Noticed Feghor the pandemonium lord
434196 | Zig:13   | Noticed Wagg the pandemonium lord
434200 | Zig:13   | Noticed Xoeca the pandemonium lord
434200 | Zig:13   | Killed Wagg the pandemonium lord
434200 | Zig:13   | Killed Vimaafit the pandemonium lord
434201 | Zig:13   | Noticed Okerao the pandemonium lord
434201 | Zig:13   | Killed Noputios the pandemonium lord
434201 | Zig:13   | Killed Fiyqerof the pandemonium lord
434201 | Zig:13   | Killed Laloaqul the pandemonium lord
434201 | Zig:13   | Killed Varphu the pandemonium lord
434201 | Zig:13   | Killed Datt the pandemonium lord
434202 | Zig:13   | Noticed Jiettal the pandemonium lord
434202 | Zig:13   | Noticed Yxey the pandemonium lord
434202 | Zig:13   | Noticed Haboqol the pandemonium lord
434202 | Zig:13   | Killed Ruer Weu the pandemonium lord
434202 | Zig:13   | Killed Lauteod the pandemonium lord
434202 | Zig:13   | Killed Issa the pandemonium lord
434202 | Zig:13   | Killed Wifresal the pandemonium lord
434202 | Zig:13   | Killed Okerao the pandemonium lord
434203 | Zig:13   | Noticed Roing the pandemonium lord
434203 | Zig:13   | Killed Beloesoi the pandemonium lord
434203 | Zig:13   | Killed Feghor the pandemonium lord
434203 | Zig:13   | Noticed Waj Kal the pandemonium lord
434203 | Zig:13   | Noticed Kezesh the pandemonium lord
434203 | Zig:13   | Noticed Toaheups the pandemonium lord
434204 | Zig:13   | Noticed Quel the pandemonium lord
434204 | Zig:13   | Killed Xachot the pandemonium lord
434206 | Zig:13   | Killed Yxey the pandemonium lord
434206 | Zig:13   | Killed Vaegek the pandemonium lord
434206 | Zig:13   | Killed Juoron the pandemonium lord
434207 | Zig:13   | Killed Xoeca the pandemonium lord
434207 | Zig:13   | Killed Hujydd the pandemonium lord
434214 | Zig:13   | Killed Haboqol the pandemonium lord
434217 | Zig:13   | Killed Waj Kal the pandemonium lord
434217 | Zig:13   | Killed Uzilar the pandemonium lord
434218 | Zig:13   | Killed Toaheups the pandemonium lord
434223 | Zig:13   | Killed Kezesh the pandemonium lord
434223 | Zig:13   | Killed Jiettal the pandemonium lord
434226 | Zig:13   | Killed Roing the pandemonium lord
434228 | Zig:13   | Killed Quel the pandemonium lord
434234 | Zig:13   | Noticed Iset the pandemonium lord
434238 | Zig:13   | Killed Iset the pandemonium lord
434528 | Zig:14   | Entered Level 14 of a ziggurat
434589 | Zig:14   | Got a warped pewter amulet
434590 | Zig:14   | Identified the amulet "Mobanwu" {Gourm rPois Dex+2 Slay+3 SInv} (You found it on level 14 of a ziggurat)
434682 | Zig:14   | Identified the +0 cloak of the Centipede {Regen+ rCorr Int+2} (You found it on level 14 of a ziggurat)
434684 | Zig:14   | Identified the Guide on Icy Earth
434686 | Zig:14   | Identified the +0 pair of gloves "Faid Jazaveu" {*Corrode rElec Regen+ SInv} (You found it on level 14 of a ziggurat)
434788 | Zig:14   | Identified the Compendium of Lethal Poison
434799 | Zig:15   | Entered Level 15 of a ziggurat
434803 | Zig:15   | Paralysed by accursed screaming for 2 turns
434978 | Zig:15   | Identified the cursed +0 eveningstar "Faxzocyfui" {flame, *Noise rC- rN+++ Str+4} (You found it on level 15 of a ziggurat)
434992 | Zig:15   | Identified Nararghio's Disquisition on Floating Transformation
435104 | Zig:16   | Entered Level 16 of a ziggurat
435274 | Zig:16   | Got a bound silver amulet
435275 | Zig:16   | Identified the amulet "Ymathrofor" {Regen+ Str+8 Slay-5} (You found it on level 16 of a ziggurat)
435283 | Zig:16   | Got a vibrating lapis lazuli ring
435284 | Zig:16   | Identified the ring "Duyrer" {rC+++ AC+1} (You found it on level 16 of a ziggurat)
435402 | Zig:17   | Entered Level 17 of a ziggurat
435538 | Zig:17   | Got a warped amber ring
435540 | Zig:17   | Identified the ring "Yhoul" {rC+ rN+ SInv} (You found it on level 17 of a ziggurat)
435547 | Zig:17   | Got a bound wooden ring
435548 | Zig:17   | Identified the ring "Wedorr" {rElec rPois AC+2 Str-5 Int+3} (You found it on level 17 of a ziggurat)
435566 | Zig:17   | Got a twitching zirconium amulet
435567 | Zig:17   | Identified the amulet "Fitwutiv" {Inacc rF+ MR++} (You found it on level 17 of a ziggurat)
435582 | Zig:17   | Got a slimy silver amulet
435583 | Zig:17   | Identified the amulet "Bituuph" {Harm *Drain +Blink rElec Str+4} (You found it on level 17 of a ziggurat)
435666 | Zig:18   | Entered Level 18 of a ziggurat
435725 | Zig:18   | Noticed Foyvemuo the pandemonium lord
435732 | Zig:18   | Killed Foyvemuo the pandemonium lord
435891 | Zig:18   | Identified the +0 pair of gloves of Beauty {rF+} (You found it on level 18 of a ziggurat)
435899 | Zig:18   | Got a flickering lapis lazuli ring
435901 | Zig:18   | Identified the ring of Free Will {Str+7 Int+3} (You found it on level 18 of a ziggurat)
435910 | Zig:18   | Identified the Almanac of the Feathery Voyage
435916 | Zig:18   | Got a scintillating bronze ring
435918 | Zig:18   | Identified the ring of the Illusory Stars {rC+ Str+4 Dex+3} (You found it on level 18 of a ziggurat)
435923 | Zig:18   | Got a smoking ruby amulet
435924 | Zig:18   | Identified the amulet of Odducym {Gourm rN+ Int-3 Dex+2} (You found it on level 18 of a ziggurat)
436094 | Zig:19   | Entered Level 19 of a ziggurat
436094 | Zig:19   | Noticed Kebb the pandemonium lord
436094 | Zig:19   | Noticed Doupy the pandemonium lord
436094 | Zig:19   | Noticed Ilumnuve the pandemonium lord
436094 | Zig:19   | Noticed Eroikyh the pandemonium lord
436094 | Zig:19   | Noticed Ickoqach the pandemonium lord
436094 | Zig:19   | Noticed Meonoph the pandemonium lord
436094 | Zig:19   | Noticed Komaenie the pandemonium lord
436094 | Zig:19   | Noticed Uzaptoom the pandemonium lord
436094 | Zig:19   | Noticed Oneos the pandemonium lord
436094 | Zig:19   | Noticed Hagur the pandemonium lord
436094 | Zig:19   | Noticed Ywnaessa the pandemonium lord
436094 | Zig:19   | Noticed Acaejy the pandemonium lord
436094 | Zig:19   | Noticed Usuurghia the pandemonium lord
436094 | Zig:19   | Noticed Maxis the pandemonium lord
436094 | Zig:19   | Noticed Seod the pandemonium lord
436094 | Zig:19   | Noticed Teckufy the pandemonium lord
436094 | Zig:19   | Noticed Jyonasif the pandemonium lord
436094 | Zig:19   | Noticed Soofas Okoq the pandemonium lord
436094 | Zig:19   | Noticed Leukast the pandemonium lord
436094 | Zig:19   | Noticed Ipuenat the pandemonium lord
436094 | Zig:19   | Noticed Zeirph the pandemonium lord
436094 | Zig:19   | Noticed Ucougufe the pandemonium lord
436094 | Zig:19   | Noticed Dept the pandemonium lord
436094 | Zig:19   | Noticed Niklitia the pandemonium lord
436094 | Zig:19   | Noticed Luely the pandemonium lord
436094 | Zig:19   | Noticed Rebbiu the pandemonium lord
436094 | Zig:19   | Noticed Lointypil the pandemonium lord
436094 | Zig:19   | Noticed Oqutosif the pandemonium lord
436094 | Zig:19   | Noticed Abbount the pandemonium lord
436094 | Zig:19   | Noticed Jeav the pandemonium lord
436094 | Zig:19   | Noticed Mateovuj the pandemonium lord
436094 | Zig:19   | Noticed Vogiz the pandemonium lord
436094 | Zig:19   | Noticed Deqoippo the pandemonium lord
436094 | Zig:19   | Noticed Rewnez the pandemonium lord
436094 | Zig:19   | Noticed Agylim the pandemonium lord
436094 | Zig:19   | Noticed Soinyakk the pandemonium lord
436094 | Zig:19   | Noticed Asidghou the pandemonium lord
436094 | Zig:19   | Noticed Nuqin the pandemonium lord
436094 | Zig:19   | Noticed Nienk the pandemonium lord
436094 | Zig:19   | Noticed Mevvu the pandemonium lord
436094 | Zig:19   | Noticed Eqomolov the pandemonium lord
436094 | Zig:19   | Noticed Loangusi the pandemonium lord
436094 | Zig:19   | Noticed Wyrucs the pandemonium lord
436094 | Zig:19   | Noticed Opnuhana the pandemonium lord
436094 | Zig:19   | Noticed Aheynwyf the pandemonium lord
436094 | Zig:19   | Noticed Uraome the pandemonium lord
436094 | Zig:19   | Noticed Vuptics the pandemonium lord
436095 | Zig:19   | Noticed Aloihonk the pandemonium lord
436096 | Zig:19   | Noticed Inodwoi the pandemonium lord
436096 | Zig:19   | Killed Maxis the pandemonium lord
436097 | Zig:19   | Noticed Turetyd the pandemonium lord
436097 | Zig:19   | Noticed Jaitola the pandemonium lord
436097 | Zig:19   | Noticed Eseecre the pandemonium lord
436097 | Zig:19   | Noticed Vubinn the pandemonium lord
436097 | Zig:19   | Killed Soofas Okoq the pandemonium lord
436097 | Zig:19   | Killed Ucougufe the pandemonium lord
436098 | Zig:19   | Noticed Xomn the pandemonium lord
436098 | Zig:19   | Noticed Evoulo Raom the pandemonium lord
436098 | Zig:19   | Noticed Opleavoatt the pandemonium lord
436098 | Zig:19   | Noticed Beumelip the pandemonium lord
436098 | Zig:19   | Killed Oneos the pandemonium lord
436098 | Zig:19   | Killed Ipuenat the pandemonium lord
436098 | Zig:19   | Killed Eqomolov the pandemonium lord
436098 | Zig:19   | Killed Mateovuj the pandemonium lord
436098 | Zig:19   | Killed Jyonasif the pandemonium lord
436098 | Zig:19   | Killed Acaejy the pandemonium lord
436099 | Zig:19   | Noticed Gegock the pandemonium lord
436099 | Zig:19   | Noticed Fief the pandemonium lord
436099 | Zig:19   | Noticed Suiwiteq the pandemonium lord
436099 | Zig:19   | Noticed Tifameirr the pandemonium lord
436099 | Zig:19   | Killed Agylim the pandemonium lord
436099 | Zig:19   | Killed Zeirph the pandemonium lord
436099 | Zig:19   | Killed Jeav the pandemonium lord
436099 | Zig:19   | Killed Seod the pandemonium lord
436100 | Zig:19   | Noticed Soantid the pandemonium lord
436100 | Zig:19   | Noticed Mihiepn the pandemonium lord
436100 | Zig:19   | Noticed Nyseofil the pandemonium lord
436100 | Zig:19   | Killed Soinyakk the pandemonium lord
436100 | Zig:19   | Killed Vuptics the pandemonium lord
436100 | Zig:19   | Killed Asidghou the pandemonium lord
436100 | Zig:19   | Killed Ywnaessa the pandemonium lord
436100 | Zig:19   | Killed Uraome the pandemonium lord
436100 | Zig:19   | Killed Nienk the pandemonium lord
436100 | Zig:19   | Killed Teckufy the pandemonium lord
436100 | Zig:19   | Killed Rebbiu the pandemonium lord
436100 | Zig:19   | Killed Nuqin the pandemonium lord
436100 | Zig:19   | Killed Kebb the pandemonium lord
436100 | Zig:19   | Killed Uzaptoom the pandemonium lord
436100 | Zig:19   | Killed Oqutosif the pandemonium lord
436100 | Zig:19   | Killed Lointypil the pandemonium lord
436101 | Zig:19   | Noticed Maoniuwn the pandemonium lord
436102 | Zig:19   | Noticed Dommuof the pandemonium lord
436102 | Zig:19   | Noticed Satavel the pandemonium lord
436102 | Zig:19   | Noticed Kixijut the pandemonium lord
436102 | Zig:19   | Noticed Uhaqoikh the pandemonium lord
436102 | Zig:19   | Noticed Pueray the pandemonium lord
436102 | Zig:19   | Noticed Zetomoec the pandemonium lord
436102 | Zig:19   | Noticed Jelut the pandemonium lord
436102 | Zig:19   | Noticed Icoh the pandemonium lord
436105 | Zig:19   | Killed Xomn the pandemonium lord
436105 | Zig:19   | Killed Aheynwyf the pandemonium lord
436105 | Zig:19   | Killed Gegock the pandemonium lord
436105 | Zig:19   | Killed Inodwoi the pandemonium lord
436105 | Zig:19   | Killed Doupy the pandemonium lord
436105 | Zig:19   | Killed Beumelip the pandemonium lord
436105 | Zig:19   | Killed Leukast the pandemonium lord
436105 | Zig:19   | Killed Luely the pandemonium lord
436105 | Zig:19   | Killed Ilumnuve the pandemonium lord
436107 | Zig:19   | Killed Mevvu the pandemonium lord
436107 | Zig:19   | Killed Dept the pandemonium lord
436107 | Zig:19   | Killed Satavel the pandemonium lord
436107 | Zig:19   | Killed Opleavoatt the pandemonium lord
436107 | Zig:19   | Killed Loangusi the pandemonium lord
436108 | Zig:19   | Noticed Tydint the pandemonium lord
436108 | Zig:19   | Noticed Saotugus the pandemonium lord
436110 | Zig:19   | Noticed Gaufabuh the pandemonium lord
436111 | Zig:19   | Killed Opnuhana the pandemonium lord
436111 | Zig:19   | Killed Dommuof the pandemonium lord
436111 | Zig:19   | Killed Abbount the pandemonium lord
436111 | Zig:19   | Killed Deqoippo the pandemonium lord
436112 | Zig:19   | Noticed Piriciu the pandemonium lord
436112 | Zig:19   | Noticed Jomuaseupu the pandemonium lord
436112 | Zig:19   | Killed Rewnez the pandemonium lord
436112 | Zig:19   | Killed Komaenie the pandemonium lord
436113 | Zig:19   | Noticed Titya the pandemonium lord
436114 | Zig:19   | Killed Fief the pandemonium lord
436115 | Zig:19   | Killed Tydint the pandemonium lord
436115 | Zig:19   | Killed Vogiz the pandemonium lord
436115 | Zig:19   | Killed Ickoqach the pandemonium lord
436115 | Zig:19   | Killed Niklitia the pandemonium lord
436115 | Zig:19   | Killed Meonoph the pandemonium lord
436115 | Zig:19   | Killed Wyrucs the pandemonium lord
436116 | Zig:19   | Noticed Axteososch the pandemonium lord
436116 | Zig:19   | Killed Uhaqoikh the pandemonium lord
436116 | Zig:19   | Killed Evoulo Raom the pandemonium lord
436118 | Zig:19   | Killed Soantid the pandemonium lord
436118 | Zig:19   | Killed Eroikyh the pandemonium lord
436118 | Zig:19   | Killed Aloihonk the pandemonium lord
436119 | Zig:19   | Noticed Sybboa the pandemonium lord
436119 | Zig:19   | Killed Usuurghia the pandemonium lord
436120 | Zig:19   | Killed Titya the pandemonium lord
436120 | Zig:19   | Killed Hagur the pandemonium lord
436121 | Zig:19   | Noticed Zeodgh the pandemonium lord
436121 | Zig:19   | Noticed Hir Diof the pandemonium lord
436122 | Zig:19   | Noticed Nexuqez the pandemonium lord
436122 | Zig:19   | Noticed Hosucif the pandemonium lord
436122 | Zig:19   | Noticed Onysim the pandemonium lord
436123 | Zig:19   | Noticed Idoaxian the pandemonium lord
436123 | Zig:19   | Noticed Qoasukh the pandemonium lord
436124 | Zig:19   | Noticed Xushin the pandemonium lord
436124 | Zig:19   | Noticed Heronaw the pandemonium lord
436125 | Zig:19   | Noticed Jiagouga the pandemonium lord
436127 | Zig:19   | Noticed Dyram the pandemonium lord
436127 | Zig:19   | Noticed Xofigad the pandemonium lord
436127 | Zig:19   | Killed Jelut the pandemonium lord
436131 | Zig:19   | Noticed Quofepn the pandemonium lord
436134 | Zig:19   | Noticed Usagg the pandemonium lord
436134 | Zig:19   | Noticed Isokup the pandemonium lord
436134 | Zig:19   | Noticed Zonamipu the pandemonium lord
436134 | Zig:19   | Noticed Vehe the pandemonium lord
436134 | Zig:19   | Killed Zetomoec the pandemonium lord
436134 | Zig:19   | Killed Hir Diof the pandemonium lord
436134 | Zig:19   | Killed Idoaxian the pandemonium lord
436135 | Zig:19   | Noticed Pidaeg Lot the pandemonium lord
436135 | Zig:19   | Noticed Raox Zoa the pandemonium lord
436135 | Zig:19   | Noticed Utsobeug the pandemonium lord
436135 | Zig:19   | Noticed Xin Nuob the pandemonium lord
436136 | Zig:19   | Killed Pueray the pandemonium lord
436136 | Zig:19   | Killed Gaufabuh the pandemonium lord
436136 | Zig:19   | Killed Icoh the pandemonium lord
436136 | Zig:19   | Killed Jomuaseupu the pandemonium lord
436136 | Zig:19   | Killed Heskuf the pandemonium lord
436137 | Zig:19   | Noticed Ygaiguly the pandemonium lord
436138 | Zig:19   | Noticed Tuefy the pandemonium lord
436138 | Zig:19   | Noticed Sayjaagen the pandemonium lord
436139 | Zig:19   | Noticed Urghempu the pandemonium lord
436139 | Zig:19   | Killed Mihiepn the pandemonium lord
436139 | Zig:19   | Killed Nexuqez the pandemonium lord
436140 | Zig:19   | Killed Suiwiteq the pandemonium lord
436140 | Zig:19   | Killed Tifameirr the pandemonium lord
436140 | Zig:19   | Noticed Moajey the pandemonium lord
436141 | Zig:19   | Killed Turetyd the pandemonium lord
436142 | Zig:19   | Killed Hosucif the pandemonium lord
436142 | Zig:19   | Killed Axteososch the pandemonium lord
436143 | Zig:19   | Noticed Teshytre the pandemonium lord
436143 | Zig:19   | Noticed Vozipehy the pandemonium lord
436143 | Zig:19   | Noticed Laerheb the pandemonium lord
436143 | Zig:19   | Noticed Migudai the pandemonium lord
436143 | Zig:19   | Killed Maoniuwn the pandemonium lord
436143 | Zig:19   | Killed Xin Nuob the pandemonium lord
436143 | Zig:19   | Killed Raox Zoa the pandemonium lord
436143 | Zig:19   | Killed Nyseofil the pandemonium lord
436143 | Zig:19   | Killed Zonamipu the pandemonium lord
436143 | Zig:19   | Killed Eseecre the pandemonium lord
436144 | Zig:19   | Noticed Atzeqarr the pandemonium lord
436144 | Zig:19   | Noticed Soygger the pandemonium lord
436144 | Zig:19   | Killed Sayjaagen the pandemonium lord
436145 | Zig:19   | Killed Isokup the pandemonium lord
436145 | Zig:19   | Killed Xofigad the pandemonium lord
436145 | Zig:19   | Killed Xushin the pandemonium lord
436145 | Zig:19   | Killed Urghempu the pandemonium lord
436145 | Zig:19   | Killed Moajey the pandemonium lord
436145 | Zig:19   | Killed Ygaiguly the pandemonium lord
436145 | Zig:19   | Killed Jaitola the pandemonium lord
436146 | Zig:19   | Noticed Emipp the pandemonium lord
436146 | Zig:19   | Noticed Jeupruhy the pandemonium lord
436147 | Zig:19   | Noticed Uwegeaq the pandemonium lord
436147 | Zig:19   | Noticed Vocsofa the pandemonium lord
436147 | Zig:19   | Noticed Acyweag the pandemonium lord
436147 | Zig:19   | Killed Dyram the pandemonium lord
436148 | Zig:19   | Noticed Funnan the pandemonium lord
436148 | Zig:19   | Noticed Soics the pandemonium lord
436148 | Zig:19   | Killed Zeodgh the pandemonium lord
436148 | Zig:19   | Killed Tuefy the pandemonium lord
436148 | Zig:19   | Killed Sybboa the pandemonium lord
436148 | Zig:19   | Killed Heronaw the pandemonium lord
436148 | Zig:19   | Killed Quofepn the pandemonium lord
436148 | Zig:19   | Killed Usagg the pandemonium lord
436149 | Zig:19   | Noticed Cilyemuc the pandemonium lord
436149 | Zig:19   | Noticed Hollup the pandemonium lord
436150 | Zig:19   | Noticed Ofoxt the pandemonium lord
436150 | Zig:19   | Noticed Uxuxzizi the pandemonium lord
436150 | Zig:19   | Noticed Vykhuif the pandemonium lord
436151 | Zig:19   | Noticed Mamam the pandemonium lord
436152 | Zig:19   | Noticed Caetoli the pandemonium lord
436152 | Zig:19   | Killed Soygger the pandemonium lord
436152 | Zig:19   | Killed Jiagouga the pandemonium lord
436152 | Zig:19   | Killed Kixijut the pandemonium lord
436153 | Zig:19   | Noticed Tutac the pandemonium lord
436153 | Zig:19   | Noticed Zechoygg the pandemonium lord
436154 | Zig:19   | Killed Pidaeg Lot the pandemonium lord
436154 | Zig:19   | Killed Emipp the pandemonium lord
436155 | Zig:19   | Noticed Muetz the pandemonium lord
436155 | Zig:19   | Noticed Vajineal the pandemonium lord
436156 | Zig:19   | Noticed Arphehon the pandemonium lord
436157 | Zig:19   | Noticed Xiun the pandemonium lord
436157 | Zig:19   | Killed Laerheb the pandemonium lord
436157 | Zig:19   | Killed Muetz the pandemonium lord
436157 | Zig:19   | Killed Jeupruhy the pandemonium lord
436158 | Zig:19   | Noticed Neumel the pandemonium lord
436158 | Zig:19   | Noticed Doav the pandemonium lord
436160 | Zig:19   | Noticed Fuunlara the pandemonium lord
436161 | Zig:19   | Killed Atzeqarr the pandemonium lord
436162 | Zig:19   | Noticed Zuoh the pandemonium lord
436162 | Zig:19   | Killed Uxuxzizi the pandemonium lord
436163 | Zig:19   | Noticed Zyoffiom the pandemonium lord
436163 | Zig:19   | Noticed Deen the pandemonium lord
436164 | Zig:19   | Noticed Ekhlegg the pandemonium lord
436164 | Zig:19   | Killed Neumel the pandemonium lord
436165 | Zig:19   | Noticed Idwiol the pandemonium lord
436165 | Zig:19   | Noticed Xihejan the pandemonium lord
436165 | Zig:19   | Killed Migudai the pandemonium lord
436168 | Zig:19   | Noticed Boimiown the pandemonium lord
436168 | Zig:19   | Killed Doav the pandemonium lord
436168 | Zig:19   | Killed Teshytre the pandemonium lord
436169 | Zig:19   | Noticed Beforal the pandemonium lord
436169 | Zig:19   | Noticed Seaboxt the pandemonium lord
436169 | Zig:19   | Noticed Fefihig the pandemonium lord
436169 | Zig:19   | Noticed Ylil the pandemonium lord
436169 | Zig:19   | Killed Hollup the pandemonium lord
436169 | Zig:19   | Killed Onysim the pandemonium lord
436169 | Zig:19   | Killed Caetoli the pandemonium lord
436169 | Zig:19   | Killed Utsobeug the pandemonium lord
436169 | Zig:19   | Killed Zechoygg the pandemonium lord
436169 | Zig:19   | Killed Xiun the pandemonium lord
436170 | Zig:19   | Killed Acyweag the pandemonium lord
436170 | Zig:19   | Killed Idwiol the pandemonium lord
436171 | Zig:19   | Killed Vozipehy the pandemonium lord
436171 | Zig:19   | Killed Qoasukh the pandemonium lord
436171 | Zig:19   | Killed Fuunlara the pandemonium lord
436171 | Zig:19   | Killed Uwegeaq the pandemonium lord
436171 | Zig:19   | Killed Vajineal the pandemonium lord
436171 | Zig:19   | Killed Cilyemuc the pandemonium lord
436171 | Zig:19   | Killed Arphehon the pandemonium lord
436171 | Zig:19   | Killed Leiwedwua the pandemonium lord
436172 | Zig:19   | Noticed Otsiagro the pandemonium lord
436172 | Zig:19   | Noticed Ole Ryg the pandemonium lord
436172 | Zig:19   | Killed Vubinn the pandemonium lord
436174 | Zig:19   | Noticed Gedics the pandemonium lord
436174 | Zig:19   | Noticed Ebre the pandemonium lord
436175 | Zig:19   | Killed Mamam the pandemonium lord
436175 | Zig:19   | Killed Vocsofa the pandemonium lord
436175 | Zig:19   | Killed Otsiagro the pandemonium lord
436176 | Zig:19   | Noticed Jafesooh the pandemonium lord
436176 | Zig:19   | Noticed Xaxur the pandemonium lord
436176 | Zig:19   | Killed Xihejan the pandemonium lord
436176 | Zig:19   | Killed Deen the pandemonium lord
436176 | Zig:19   | Killed Soics the pandemonium lord
436177 | Zig:19   | Noticed Cotimum the pandemonium lord
436177 | Zig:19   | Noticed Ubug Pen the pandemonium lord
436177 | Zig:19   | Noticed Tigh the pandemonium lord
436177 | Zig:19   | Noticed Ganun the pandemonium lord
436179 | Zig:19   | Noticed Meparh Baaly the pandemonium lord
436180 | Zig:19   | Noticed Beifai the pandemonium lord
436180 | Zig:19   | Noticed Ytuhalou the pandemonium lord
436181 | Zig:19   | Noticed Asoaduj the pandemonium lord
436181 | Zig:19   | Killed Saotugus the pandemonium lord
436181 | Zig:19   | Killed Tutac the pandemonium lord
436181 | Zig:19   | Killed Fefihig the pandemonium lord
436182 | Zig:19   | Noticed Plog the pandemonium lord
436182 | Zig:19   | Killed Funnan the pandemonium lord
436182 | Zig:19   | Killed Ylil the pandemonium lord
436182 | Zig:19   | Killed Ofoxt the pandemonium lord
436182 | Zig:19   | Killed Puezxy the pandemonium lord
436182 | Zig:19   | Killed Ubug Pen the pandemonium lord
436182 | Zig:19   | Killed Ohisiussy the pandemonium lord
436185 | Zig:19   | Noticed Seigg the pandemonium lord
436185 | Zig:19   | Noticed Isuenurhee the pandemonium lord
436185 | Zig:19   | Killed Seaboxt the pandemonium lord
436185 | Zig:19   | Killed Ekhlegg the pandemonium lord
436186 | Zig:19   | Noticed Aholaggy the pandemonium lord
436186 | Zig:19   | Noticed Gidod the pandemonium lord
436188 | Zig:19   | Noticed Aplaicw the pandemonium lord
436188 | Zig:19   | Killed Beforal the pandemonium lord
436189 | Zig:19   | Noticed Kumoon Ixonu the pandemonium lord
436189 | Zig:19   | Killed Ebre the pandemonium lord
436189 | Zig:19   | Killed Boimiown the pandemonium lord
436189 | Zig:19   | Killed Zyoffiom the pandemonium lord
436189 | Zig:19   | Killed Piriciu the pandemonium lord
436191 | Zig:19   | Killed Vykhuif the pandemonium lord
436192 | Zig:19   | Killed Ole Ryg the pandemonium lord
436193 | Zig:19   | Killed Isuenurhee the pandemonium lord
436194 | Zig:19   | Noticed Lifaepn the pandemonium lord
436195 | Zig:19   | Noticed Abufas the pandemonium lord
436195 | Zig:19   | Killed Asoaduj the pandemonium lord
436195 | Zig:19   | Killed Vehe the pandemonium lord
436196 | Zig:19   | Noticed Tirgheaho the pandemonium lord
436197 | Zig:19   | Noticed Saaph the pandemonium lord
436199 | Zig:19   | Noticed Luol the pandemonium lord
436199 | Zig:19   | Killed Kumoon Ixonu the pandemonium lord
436199 | Zig:19   | Killed Meparh Baaly the pandemonium lord
436200 | Zig:19   | Noticed Epnanaod the pandemonium lord
436200 | Zig:19   | Killed Ytuhalou the pandemonium lord
436200 | Zig:19   | Killed Aplaicw the pandemonium lord
436200 | Zig:19   | Killed Xaxur the pandemonium lord
436200 | Zig:19   | Killed Kuankiysch the pandemonium lord
436202 | Zig:19   | Noticed Plog the pandemonium lord
436203 | Zig:19   | Noticed Eruigyi the pandemonium lord
436203 | Zig:19   | Killed Tirgheaho the pandemonium lord
436203 | Zig:19   | Killed Tigh the pandemonium lord
436203 | Zig:19   | Killed Plog the pandemonium lord
436203 | Zig:19   | Killed Aholaggy the pandemonium lord
436203 | Zig:19   | Killed Docaotue the pandemonium lord
436204 | Zig:19   | Noticed Fekhlauri the pandemonium lord
436204 | Zig:19   | Noticed Camn the pandemonium lord
436204 | Zig:19   | Noticed Ceunew the pandemonium lord
436204 | Zig:19   | Killed Ganun the pandemonium lord
436204 | Zig:19   | Killed Abufas the pandemonium lord
436205 | Zig:19   | Noticed Xonkopt the pandemonium lord
436205 | Zig:19   | Noticed Yjuy the pandemonium lord
436205 | Zig:19   | Noticed Qiexesma the pandemonium lord
436206 | Zig:19   | Noticed Innyliy the pandemonium lord
436207 | Zig:19   | Noticed Gegocis the pandemonium lord
436208 | Zig:19   | Noticed Veth the pandemonium lord
436208 | Zig:19   | Killed Plog the pandemonium lord
436209 | Zig:19   | Noticed Gishonoi the pandemonium lord
436209 | Zig:19   | Noticed Abeerep the pandemonium lord
436209 | Zig:19   | Killed Camn the pandemonium lord
436210 | Zig:19   | Noticed Wock the pandemonium lord
436210 | Zig:19   | Noticed Jiosoux the pandemonium lord
436211 | Zig:19   | Noticed Duiria the pandemonium lord
436211 | Zig:19   | Noticed Foucofup the pandemonium lord
436211 | Zig:19   | Noticed Vegurchov the pandemonium lord
436212 | Zig:19   | Noticed Puedein the pandemonium lord
436213 | Zig:19   | Noticed Foull the pandemonium lord
436213 | Zig:19   | Noticed Ycyd Hool the pandemonium lord
436214 | Zig:19   | Noticed Xoqohor the pandemonium lord
436214 | Zig:19   | Noticed Jeipp the pandemonium lord
436214 | Zig:19   | Noticed Mochoroa the pandemonium lord
436214 | Zig:19   | Killed Zuoh the pandemonium lord
436215 | Zig:19   | Noticed Teiroon the pandemonium lord
436215 | Zig:19   | Killed Fekhlauri the pandemonium lord
436215 | Zig:19   | Killed Jafesooh the pandemonium lord
436215 | Zig:19   | Killed Beifai the pandemonium lord
436215 | Zig:19   | Killed Veth the pandemonium lord
436215 | Zig:19   | Killed Epnanaod the pandemonium lord
436215 | Zig:19   | Killed Gedics the pandemonium lord
436215 | Zig:19   | Killed Cotimum the pandemonium lord
436215 | Zig:19   | Killed Jiosoux the pandemonium lord
436216 | Zig:19   | Noticed Hopytwev the pandemonium lord
436216 | Zig:19   | Killed Wock the pandemonium lord
436216 | Zig:19   | Killed Abeerep the pandemonium lord
436216 | Zig:19   | Killed Jeipp the pandemonium lord
436216 | Zig:19   | Killed Eruigyi the pandemonium lord
436216 | Zig:19   | Killed Yjuy the pandemonium lord
436216 | Zig:19   | Killed Tauchifu the pandemonium lord
436216 | Zig:19   | Killed Puedein the pandemonium lord
436216 | Zig:19   | Killed Qiexesma the pandemonium lord
436217 | Zig:19   | Noticed Zaife the pandemonium lord
436217 | Zig:19   | Killed Xonkopt the pandemonium lord
436217 | Zig:19   | Killed Ceunew the pandemonium lord
436217 | Zig:19   | Killed Lifaepn the pandemonium lord
436218 | Zig:19   | Noticed Casyl the pandemonium lord
436218 | Zig:19   | Noticed Bosow the pandemonium lord
436218 | Zig:19   | Noticed Xyam the pandemonium lord
436218 | Zig:19   | Noticed Tifyox the pandemonium lord
436219 | Zig:19   | Noticed Piont the pandemonium lord
436219 | Zig:19   | Noticed Ciogaet the pandemonium lord
436219 | Zig:19   | Noticed Lawkiaf the pandemonium lord
436220 | Zig:19   | Noticed Qeall the pandemonium lord
436220 | Zig:19   | Noticed Apufuz the pandemonium lord
436220 | Zig:19   | Killed Innyliy the pandemonium lord
436221 | Zig:19   | Noticed Rilo Sek the pandemonium lord
436221 | Zig:19   | Noticed Syxaoz the pandemonium lord
436221 | Zig:19   | Noticed Itetuteh the pandemonium lord
436221 | Zig:19   | Noticed Otiellir the pandemonium lord
436223 | Zig:19   | Noticed Vauvoji the pandemonium lord
436223 | Zig:19   | Killed Ciogaet the pandemonium lord
436223 | Zig:19   | Killed Duiria the pandemonium lord
436223 | Zig:19   | Killed Gegocis the pandemonium lord
436223 | Zig:19   | Killed Foull the pandemonium lord
436223 | Zig:19   | Killed Lawkiaf the pandemonium lord
436223 | Zig:19   | Killed Ycix the pandemonium lord
436223 | Zig:19   | Killed Teiroon the pandemonium lord
436224 | Zig:19   | Noticed Radgh the pandemonium lord
436224 | Zig:19   | Noticed Beepalos the pandemonium lord
436224 | Zig:19   | Noticed Dun Fewu the pandemonium lord
436225 | Zig:19   | Killed Apufuz the pandemonium lord
436225 | Zig:19   | Killed Otiellir the pandemonium lord
436225 | Zig:19   | Killed Itetuteh the pandemonium lord
436225 | Zig:19   | Killed Saaph the pandemonium lord
436226 | Zig:19   | Noticed Fovasm the pandemonium lord
436226 | Zig:19   | Noticed Noutaywe the pandemonium lord
436227 | Zig:19   | Killed Piont the pandemonium lord
436227 | Zig:19   | Killed Gishonoi the pandemonium lord
436227 | Zig:19   | Killed Tifyox the pandemonium lord
436227 | Zig:19   | Killed Dun Fewu the pandemonium lord
436227 | Zig:19   | Killed Bosow the pandemonium lord
436227 | Zig:19   | Killed Ycyd Hool the pandemonium lord
436227 | Zig:19   | Killed Mochoroa the pandemonium lord
436227 | Zig:19   | Killed Seigg the pandemonium lord
436227 | Zig:19   | Killed Radgh the pandemonium lord
436229 | Zig:19   | Noticed Ogephaso the pandemonium lord
436229 | Zig:19   | Noticed Veestif the pandemonium lord
436230 | Zig:19   | Noticed Mibrines the pandemonium lord
436230 | Zig:19   | Noticed Jic Cing the pandemonium lord
436230 | Zig:19   | Killed Vegurchov the pandemonium lord
436230 | Zig:19   | Killed Noklituc the pandemonium lord
436230 | Zig:19   | Killed Rilo Sek the pandemonium lord
436230 | Zig:19   | Killed Beepalos the pandemonium lord
436230 | Zig:19   | Killed Jomotugigry the pandemonium lord
436230 | Zig:19   | Killed Mibrines the pandemonium lord
436231 | Zig:19   | Noticed Qunycle the pandemonium lord
436231 | Zig:19   | Noticed Xuah the pandemonium lord
436231 | Zig:19   | Noticed Dalot the pandemonium lord
436231 | Zig:19   | Noticed Unufauc the pandemonium lord
436231 | Zig:19   | Noticed Ycithim the pandemonium lord
436231 | Zig:19   | Noticed Modin the pandemonium lord
436232 | Zig:19   | Noticed Kude the pandemonium lord
436232 | Zig:19   | Noticed Novicer the pandemonium lord
436232 | Zig:19   | Noticed Jinoanuvyq the pandemonium lord
436232 | Zig:19   | Noticed Gontesut the pandemonium lord
436232 | Zig:19   | Noticed Xacol the pandemonium lord
436232 | Zig:19   | Noticed Hithresyxo the pandemonium lord
436232 | Zig:19   | Noticed Veypyoph the pandemonium lord
436232 | Zig:19   | Noticed Olipnidd the pandemonium lord
436233 | Zig:19   | Noticed Nycud the pandemonium lord
436233 | Zig:19   | Noticed Tucur the pandemonium lord
436233 | Zig:19   | Noticed Zifack the pandemonium lord
436234 | Zig:19   | Noticed Sappi the pandemonium lord
436234 | Zig:19   | Noticed Tess the pandemonium lord
436234 | Zig:19   | Noticed Woepiedi the pandemonium lord
436234 | Zig:19   | Killed Vauvoji the pandemonium lord
436234 | Zig:19   | Killed Foucofup the pandemonium lord
436236 | Zig:19   | Killed Xacol the pandemonium lord
436236 | Zig:19   | Killed Luol the pandemonium lord
436239 | Zig:19   | Killed Ogephaso the pandemonium lord
436239 | Zig:19   | Killed Dalot the pandemonium lord
436239 | Zig:19   | Killed Modin the pandemonium lord
436239 | Zig:19   | Killed Jic Cing the pandemonium lord
436239 | Zig:19   | Killed Gontesut the pandemonium lord
436241 | Zig:19   | Noticed Axaijo the pandemonium lord
436243 | Zig:19   | Killed Veestif the pandemonium lord
436245 | Zig:19   | Noticed Ajiamo the pandemonium lord
436245 | Zig:19   | Noticed Suheb the pandemonium lord
436245 | Zig:19   | Killed Xyam the pandemonium lord
436246 | Zig:19   | Noticed Oriather the pandemonium lord
436247 | Zig:19   | Killed Qunycle the pandemonium lord
436247 | Zig:19   | Killed Woepiedi the pandemonium lord
436248 | Zig:19   | Noticed Haeps the pandemonium lord
436248 | Zig:19   | Killed Zaife the pandemonium lord
436249 | Zig:19   | Noticed Reusho the pandemonium lord
436250 | Zig:19   | Noticed Asublicw the pandemonium lord
436251 | Zig:19   | Noticed Soguel the pandemonium lord
436251 | Zig:19   | Noticed Kysupoxt the pandemonium lord
436253 | Zig:19   | Noticed Vadghe the pandemonium lord
436253 | Zig:19   | Killed Fovasm the pandemonium lord
436253 | Zig:19   | Killed Syxaoz the pandemonium lord
436253 | Zig:19   | Killed Veypyoph the pandemonium lord
436253 | Zig:19   | Killed Qeall the pandemonium lord
436253 | Zig:19   | Killed Nycud the pandemonium lord
436253 | Zig:19   | Killed Olipnidd the pandemonium lord
436253 | Zig:19   | Killed Zifack the pandemonium lord
436253 | Zig:19   | Killed Hopytwev the pandemonium lord
436253 | Zig:19   | Killed Unufauc the pandemonium lord
436254 | Zig:19   | Killed Xuah the pandemonium lord
436255 | Zig:19   | Killed Ajiamo the pandemonium lord
436255 | Zig:19   | Killed Tucur the pandemonium lord
436255 | Zig:19   | Killed Jinoanuvyq the pandemonium lord
436255 | Zig:19   | Killed Casyl the pandemonium lord
436255 | Zig:19   | Killed Kude the pandemonium lord
436255 | Zig:19   | Killed Suheb the pandemonium lord
436256 | Zig:19   | Noticed Neoptyji the pandemonium lord
436256 | Zig:19   | Noticed Lolis the pandemonium lord
436256 | Zig:19   | Killed Xoqohor the pandemonium lord
436256 | Zig:19   | Killed Noutaywe the pandemonium lord
436257 | Zig:19   | Noticed Huelek the pandemonium lord
436257 | Zig:19   | Noticed Giucaudau the pandemonium lord
436257 | Zig:19   | Killed Hithresyxo the pandemonium lord
436257 | Zig:19   | Killed Vadghe the pandemonium lord
436257 | Zig:19   | Killed Sappi the pandemonium lord
436258 | Zig:19   | Noticed Qoihit the pandemonium lord
436258 | Zig:19   | Noticed Guokhloc the pandemonium lord
436259 | Zig:19   | Noticed Ufrybut the pandemonium lord
436259 | Zig:19   | Killed Novicer the pandemonium lord
436259 | Zig:19   | Killed Soguel the pandemonium lord
436259 | Zig:19   | Killed Reusho the pandemonium lord
436260 | Zig:19   | Noticed Vyrphuent the pandemonium lord
436260 | Zig:19   | Noticed Heukheskil the pandemonium lord
436261 | Zig:19   | Noticed Siulipi the pandemonium lord
436261 | Zig:19   | Noticed Maumya the pandemonium lord
436261 | Zig:19   | Noticed Tutaitur the pandemonium lord
436261 | Zig:19   | Killed Neoptyji the pandemonium lord
436261 | Zig:19   | Killed Lolis the pandemonium lord
436261 | Zig:19   | Killed Giucaudau the pandemonium lord
436263 | Zig:19   | Noticed Huegrauc the pandemonium lord
436263 | Zig:19   | Killed Tutaitur the pandemonium lord
436263 | Zig:19   | Killed Ufrybut the pandemonium lord
436263 | Zig:19   | Killed Juamycaugo the pandemonium lord
436265 | Zig:19   | Killed Vyrphuent the pandemonium lord
436265 | Zig:19   | Killed Qoihit the pandemonium lord
436265 | Zig:19   | Killed Kysupoxt the pandemonium lord
436266 | Zig:19   | Noticed Myano the pandemonium lord
436267 | Zig:19   | Noticed Qaufisuupn the pandemonium lord
436267 | Zig:19   | Killed Maumya the pandemonium lord
436267 | Zig:19   | Killed Tess the pandemonium lord
436267 | Zig:19   | Killed Malim the pandemonium lord
436267 | Zig:19   | Killed Gidod the pandemonium lord
436267 | Zig:19   | Killed Oriather the pandemonium lord
436267 | Zig:19   | Killed Ycithim the pandemonium lord
436267 | Zig:19   | Killed Ynecue the pandemonium lord
436267 | Zig:19   | Killed Asublicw the pandemonium lord
436268 | Zig:19   | Noticed Gydijott the pandemonium lord
436269 | Zig:19   | Noticed Waptahyoni the pandemonium lord
436270 | Zig:19   | Killed Myano the pandemonium lord
436270 | Zig:19   | Killed Haeps the pandemonium lord
436270 | Zig:19   | Killed Axaijo the pandemonium lord
436271 | Zig:19   | Noticed Suyh Coq the pandemonium lord
436271 | Zig:19   | Noticed Gaom the pandemonium lord
436271 | Zig:19   | Killed Suyh Coq the pandemonium lord
436271 | Zig:19   | Killed Huelek the pandemonium lord
436271 | Zig:19   | Killed Cinun the pandemonium lord
436273 | Zig:19   | Noticed Lukhlufu the pandemonium lord
436273 | Zig:19   | Noticed Sugoch the pandemonium lord
436273 | Zig:19   | Killed Gaom the pandemonium lord
436273 | Zig:19   | Killed Siulipi the pandemonium lord
436274 | Zig:19   | Noticed Hast the pandemonium lord
436274 | Zig:19   | Noticed Fuphae the pandemonium lord
436274 | Zig:19   | Killed Lukhlufu the pandemonium lord
436275 | Zig:19   | Killed Gydijott the pandemonium lord
436276 | Zig:19   | Noticed Vuynoa the pandemonium lord
436276 | Zig:19   | Killed Sugoch the pandemonium lord
436276 | Zig:19   | Killed Fuphae the pandemonium lord
436276 | Zig:19   | Killed Ytsod the pandemonium lord
436277 | Zig:19   | Noticed Besec the pandemonium lord
436277 | Zig:19   | Killed Guokhloc the pandemonium lord
436277 | Zig:19   | Killed Weguffuh the pandemonium lord
436279 | Zig:19   | Noticed Soeriat the pandemonium lord
436279 | Zig:19   | Noticed Jucwauqove the pandemonium lord
436279 | Zig:19   | Noticed Plog the pandemonium lord
436280 | Zig:19   | Noticed Vutyo the pandemonium lord
436280 | Zig:19   | Noticed Qeupyjitzo the pandemonium lord
436280 | Zig:19   | Noticed Huedog the pandemonium lord
436280 | Zig:19   | Noticed Feisk the pandemonium lord
436280 | Zig:19   | Noticed Seuph the pandemonium lord
436280 | Zig:19   | Killed Besec the pandemonium lord
436280 | Zig:19   | Killed Plog the pandemonium lord
436280 | Zig:19   | Killed Feisk the pandemonium lord
436280 | Zig:19   | Killed Heukheskil the pandemonium lord
436280 | Zig:19   | Killed Ireoman the pandemonium lord
436280 | Zig:19   | Killed Huegrauc the pandemonium lord
436280 | Zig:19   | Killed Soeriat the pandemonium lord
436281 | Zig:19   | Noticed Xuhataos the pandemonium lord
436281 | Zig:19   | Noticed Pyegget the pandemonium lord
436282 | Zig:19   | Noticed Kapiyq the pandemonium lord
436282 | Zig:19   | Killed Waptahyoni the pandemonium lord
436282 | Zig:19   | Killed Qeupyjitzo the pandemonium lord
436282 | Zig:19   | Killed Qaufisuupn the pandemonium lord
436283 | Zig:19   | Noticed Zexair the pandemonium lord
436283 | Zig:19   | Noticed Inwuvek the pandemonium lord
436283 | Zig:19   | Killed Hast the pandemonium lord
436283 | Zig:19   | Killed Seuph the pandemonium lord
436283 | Zig:19   | Killed Vuynoa the pandemonium lord
436283 | Zig:19   | Killed Xuhataos the pandemonium lord
436284 | Zig:19   | Noticed Cycu the pandemonium lord
436285 | Zig:19   | Noticed Faokk the pandemonium lord
436285 | Zig:19   | Noticed Raased the pandemonium lord
436285 | Zig:19   | Noticed Cowuyf the pandemonium lord
436286 | Zig:19   | Noticed Fofudig the pandemonium lord
436286 | Zig:19   | Killed Fofudig the pandemonium lord
436286 | Zig:19   | Killed Vutyo the pandemonium lord
436286 | Zig:19   | Killed Jucwauqove the pandemonium lord
436286 | Zig:19   | Killed Cycu the pandemonium lord
436287 | Zig:19   | Noticed Ydeo the pandemonium lord
436289 | Zig:19   | Noticed Yffuh the pandemonium lord
436289 | Zig:19   | Noticed Dabeich the pandemonium lord
436291 | Zig:19   | Noticed Pupn the pandemonium lord
436291 | Zig:19   | Noticed Loassoeh the pandemonium lord
436292 | Zig:19   | Noticed Hapoaffi the pandemonium lord
436292 | Zig:19   | Noticed Hibraacu the pandemonium lord
436292 | Zig:19   | Noticed Vemnul the pandemonium lord
436292 | Zig:19   | Killed Kapiyq the pandemonium lord
436293 | Zig:19   | Noticed Foufy the pandemonium lord
436293 | Zig:19   | Killed Pupn the pandemonium lord
436293 | Zig:19   | Killed Pyegget the pandemonium lord
436293 | Zig:19   | Killed Cowuyf the pandemonium lord
436293 | Zig:19   | Killed Yffuh the pandemonium lord
436293 | Zig:19   | Killed Inwuvek the pandemonium lord
436294 | Zig:19   | Killed Dabeich the pandemonium lord
436295 | Zig:19   | Noticed Faothriz the pandemonium lord
436296 | Zig:19   | Noticed Recocos the pandemonium lord
436296 | Zig:19   | Noticed Akkeipt the pandemonium lord
436296 | Zig:19   | Noticed Uduxtet the pandemonium lord
436296 | Zig:19   | Killed Huedog the pandemonium lord
436296 | Zig:19   | Killed Faokk the pandemonium lord
436297 | Zig:19   | Noticed Ceire the pandemonium lord
436297 | Zig:19   | Noticed Zarchug the pandemonium lord
436297 | Zig:19   | Noticed Magorghi the pandemonium lord
436297 | Zig:19   | Killed Raased the pandemonium lord
436297 | Zig:19   | Killed Ydeo the pandemonium lord
436298 | Zig:19   | Noticed Sics the pandemonium lord
436298 | Zig:19   | Killed Zexair the pandemonium lord
436299 | Zig:19   | Noticed Qanoqy the pandemonium lord
436299 | Zig:19   | Noticed Nicvapax the pandemonium lord
436299 | Zig:19   | Killed Hibraacu the pandemonium lord
436299 | Zig:19   | Killed Zarchug the pandemonium lord
436299 | Zig:19   | Killed Uduxtet the pandemonium lord
436299 | Zig:19   | Killed Recocos the pandemonium lord
436299 | Zig:19   | Killed Foufy the pandemonium lord
436302 | Zig:19   | Noticed Viwof the pandemonium lord
436302 | Zig:19   | Noticed Goxapt the pandemonium lord
436302 | Zig:19   | Noticed Ufunyb the pandemonium lord
436302 | Zig:19   | Killed Sics the pandemonium lord
436302 | Zig:19   | Killed Akkeipt the pandemonium lord
436302 | Zig:19   | Killed Loassoeh the pandemonium lord
436302 | Zig:19   | Killed Faothriz the pandemonium lord
436304 | Zig:19   | Noticed Ipsiyd the pandemonium lord
436304 | Zig:19   | Noticed Giwuhaf the pandemonium lord
436305 | Zig:19   | Noticed Ytrekhluy the pandemonium lord
436305 | Zig:19   | Killed Vemnul the pandemonium lord
436307 | Zig:19   | Noticed Nuchuma the pandemonium lord
436307 | Zig:19   | Noticed Macyv the pandemonium lord
436307 | Zig:19   | Noticed Pozi the pandemonium lord
436307 | Zig:19   | Noticed Vorump the pandemonium lord
436308 | Zig:19   | Noticed Qooschiro the pandemonium lord
436308 | Zig:19   | Noticed Rohuc the pandemonium lord
436308 | Zig:19   | Killed Qanoqy the pandemonium lord
436308 | Zig:19   | Killed Magorghi the pandemonium lord
436310 | Zig:19   | Noticed Arghofil the pandemonium lord
436310 | Zig:19   | Noticed Taep the pandemonium lord
436312 | Zig:19   | Noticed Waatz the pandemonium lord
436313 | Zig:19   | Noticed Lazei the pandemonium lord
436313 | Zig:19   | Noticed War Kyuc the pandemonium lord
436315 | Zig:19   | Noticed Beyb Baa the pandemonium lord
436315 | Zig:19   | Killed Hapoaffi the pandemonium lord
436316 | Zig:19   | Killed Vorump the pandemonium lord
436316 | Zig:19   | Killed Nicvapax the pandemonium lord
436316 | Zig:19   | Killed Ufunyb the pandemonium lord
436316 | Zig:19   | Killed Ipsiyd the pandemonium lord
436316 | Zig:19   | Killed Ceire the pandemonium lord
436316 | Zig:19   | Killed Nuchuma the pandemonium lord
436316 | Zig:19   | Killed Waatz the pandemonium lord
436317 | Zig:19   | Noticed Gibrut the pandemonium lord
436317 | Zig:19   | Noticed Miasi the pandemonium lord
436317 | Zig:19   | Noticed Plog the pandemonium lord
436317 | Zig:19   | Killed Arghofil the pandemonium lord
436318 | Zig:19   | Noticed Kaelo Moi the pandemonium lord
436318 | Zig:19   | Killed Goxapt the pandemonium lord
436318 | Zig:19   | Killed Taep the pandemonium lord
436318 | Zig:19   | Killed War Kyuc the pandemonium lord
436318 | Zig:19   | Killed Ytrekhluy the pandemonium lord
436318 | Zig:19   | Killed Lazei the pandemonium lord
436318 | Zig:19   | Killed Gibrut the pandemonium lord
436318 | Zig:19   | Killed Viwof the pandemonium lord
436318 | Zig:19   | Killed Pozi the pandemonium lord
436318 | Zig:19   | Killed Miasi the pandemonium lord
436319 | Zig:19   | Noticed Futeud the pandemonium lord
436319 | Zig:19   | Noticed Epholad the pandemonium lord
436320 | Zig:19   | Noticed Pisulej the pandemonium lord
436320 | Zig:19   | Noticed Zezaeng the pandemonium lord
436321 | Zig:19   | Noticed Bizxome the pandemonium lord
436321 | Zig:19   | Noticed Exzohie the pandemonium lord
436321 | Zig:19   | Killed Macyv the pandemonium lord
436321 | Zig:19   | Killed Pisulej the pandemonium lord
436321 | Zig:19   | Killed Futeud the pandemonium lord
436321 | Zig:19   | Killed Giwuhaf the pandemonium lord
436321 | Zig:19   | Killed Beyb Baa the pandemonium lord
436322 | Zig:19   | Noticed Sucefankash the pandemonium lord
436323 | Zig:19   | Noticed Iqaikk the pandemonium lord
436324 | Zig:19   | Noticed Sampokae the pandemonium lord
436324 | Zig:19   | Killed Qooschiro the pandemonium lord
436324 | Zig:19   | Killed Zezaeng the pandemonium lord
436326 | Zig:19   | Noticed Daig the pandemonium lord
436326 | Zig:19   | Killed Sampokae the pandemonium lord
436327 | Zig:19   | Noticed Cimacien the pandemonium lord
436327 | Zig:19   | Noticed Rivuucw the pandemonium lord
436327 | Zig:19   | Killed Rivuucw the pandemonium lord
436327 | Zig:19   | Killed Epholad the pandemonium lord
436327 | Zig:19   | Killed Rohuc the pandemonium lord
436327 | Zig:19   | Killed Cimacien the pandemonium lord
436331 | Zig:19   | Noticed Jodwiuha the pandemonium lord
436331 | Zig:19   | Killed Iqaikk the pandemonium lord
436331 | Zig:19   | Killed Daig the pandemonium lord
436331 | Zig:19   | Killed Kaelo Moi the pandemonium lord
436331 | Zig:19   | Killed Bizxome the pandemonium lord
436332 | Zig:19   | Noticed Jaecicol the pandemonium lord
436332 | Zig:19   | Killed Jaecicol the pandemonium lord
436332 | Zig:19   | Killed Emies the pandemonium lord
436332 | Zig:19   | Killed Yhublo the pandemonium lord
436332 | Zig:19   | Killed Plog the pandemonium lord
436333 | Zig:19   | Noticed Burihalo the pandemonium lord
436334 | Zig:19   | Noticed Decvulyg the pandemonium lord
436334 | Zig:19   | Noticed Enakuq the pandemonium lord
436334 | Zig:19   | Killed Enakuq the pandemonium lord
436334 | Zig:19   | Killed Exzohie the pandemonium lord
436334 | Zig:19   | Killed Zausaut the pandemonium lord
436334 | Zig:19   | Killed Burihalo the pandemonium lord
436335 | Zig:19   | Killed Sucefankash the pandemonium lord
436336 | Zig:19   | Noticed Cofycaijo the pandemonium lord
436336 | Zig:19   | Killed Decvulyg the pandemonium lord
436337 | Zig:19   | Noticed Duoroq the pandemonium lord
436337 | Zig:19   | Noticed Neoshreg the pandemonium lord
436337 | Zig:19   | Noticed Zywnu the pandemonium lord
436339 | Zig:19   | Noticed Gaenar the pandemonium lord
436339 | Zig:19   | Killed Neoshreg the pandemonium lord
436339 | Zig:19   | Killed Jodwiuha the pandemonium lord
436340 | Zig:19   | Noticed Wyhodgh the pandemonium lord
436341 | Zig:19   | Killed Duoroq the pandemonium lord
436341 | Zig:19   | Killed Gaenar the pandemonium lord
436341 | Zig:19   | Killed Wyhodgh the pandemonium lord
436344 | Zig:19   | Noticed Koithrat the pandemonium lord
436349 | Zig:19   | Killed Cofycaijo the pandemonium lord
436349 | Zig:19   | Killed Koithrat the pandemonium lord
436354 | Zig:19   | Killed Zywnu the pandemonium lord
436638 | Zig:20   | Entered Level 20 of a ziggurat
436638 | Zig:20   | Noticed a juggernaut
436638 | Zig:20   | Noticed a juggernaut
436638 | Zig:20   | Noticed a juggernaut
436638 | Zig:20   | Noticed a juggernaut
436639 | Zig:20   | Noticed a juggernaut
436639 | Zig:20   | Noticed a juggernaut
436639 | Zig:20   | Noticed a juggernaut
436640 | Zig:20   | Noticed a juggernaut
436643 | Zig:20   | Noticed a juggernaut
436646 | Zig:20   | Noticed a juggernaut
436649 | Zig:20   | Noticed a juggernaut
436651 | Zig:20   | Noticed a juggernaut
436651 | Zig:20   | Killed a juggernaut
436651 | Zig:20   | Killed a juggernaut
436651 | Zig:20   | Killed a juggernaut
436651 | Zig:20   | Killed a juggernaut
436651 | Zig:20   | Killed a juggernaut
436651 | Zig:20   | Killed a juggernaut
436651 | Zig:20   | Killed a juggernaut
436651 | Zig:20   | Killed a juggernaut
436652 | Zig:20   | Noticed a juggernaut
436652 | Zig:20   | Noticed a juggernaut
436652 | Zig:20   | Noticed a juggernaut
436653 | Zig:20   | Noticed a juggernaut
436654 | Zig:20   | Noticed a juggernaut
436654 | Zig:20   | Noticed a juggernaut
436654 | Zig:20   | Noticed a juggernaut
436654 | Zig:20   | Killed a juggernaut
436655 | Zig:20   | Noticed a juggernaut
436657 | Zig:20   | Noticed a juggernaut
436658 | Zig:20   | Noticed a juggernaut
436660 | Zig:20   | Noticed a juggernaut
436660 | Zig:20   | Killed a juggernaut
436660 | Zig:20   | Killed a juggernaut
436660 | Zig:20   | Killed a juggernaut
436660 | Zig:20   | Killed a juggernaut
436661 | Zig:20   | Noticed a juggernaut
436662 | Zig:20   | Noticed a juggernaut
436662 | Zig:20   | Noticed a juggernaut
436664 | Zig:20   | Noticed a juggernaut
436665 | Zig:20   | Noticed a juggernaut
436665 | Zig:20   | Noticed a juggernaut
436665 | Zig:20   | Noticed a juggernaut
436666 | Zig:20   | Noticed a juggernaut
436666 | Zig:20   | Killed a juggernaut
436666 | Zig:20   | Killed a juggernaut
436666 | Zig:20   | Killed a juggernaut
436666 | Zig:20   | Killed a juggernaut
436666 | Zig:20   | Killed a juggernaut
436666 | Zig:20   | Killed a juggernaut
436666 | Zig:20   | Killed a juggernaut
436666 | Zig:20   | Killed a juggernaut
436666 | Zig:20   | Killed a juggernaut
436666 | Zig:20   | Killed a juggernaut
436666 | Zig:20   | Killed a juggernaut
436666 | Zig:20   | Killed a juggernaut
436666 | Zig:20   | Killed a juggernaut
436666 | Zig:20   | Killed a juggernaut
436667 | Zig:20   | Noticed a juggernaut
436667 | Zig:20   | Noticed a juggernaut
436667 | Zig:20   | Noticed a juggernaut
436667 | Zig:20   | Noticed a juggernaut
436669 | Zig:20   | Noticed a juggernaut
436669 | Zig:20   | Noticed a juggernaut
436671 | Zig:20   | Noticed a juggernaut
436671 | Zig:20   | Killed a juggernaut
436672 | Zig:20   | Noticed a juggernaut
436673 | Zig:20   | Noticed a juggernaut
436673 | Zig:20   | Noticed a juggernaut
436675 | Zig:20   | Noticed a juggernaut
436675 | Zig:20   | Killed a juggernaut
436675 | Zig:20   | Killed a juggernaut
436675 | Zig:20   | Killed a juggernaut
436675 | Zig:20   | Killed a juggernaut
436675 | Zig:20   | Killed a juggernaut
436675 | Zig:20   | Killed a juggernaut
436675 | Zig:20   | Killed a juggernaut
436675 | Zig:20   | Killed a juggernaut
436675 | Zig:20   | Killed a juggernaut
436675 | Zig:20   | Killed a juggernaut
436675 | Zig:20   | Killed a juggernaut
436675 | Zig:20   | Killed a juggernaut
436676 | Zig:20   | Noticed a juggernaut
436676 | Zig:20   | Noticed a juggernaut
436676 | Zig:20   | Noticed a juggernaut
436676 | Zig:20   | Noticed a juggernaut
436676 | Zig:20   | Noticed a juggernaut
436677 | Zig:20   | Noticed a juggernaut
436677 | Zig:20   | Noticed a juggernaut
436677 | Zig:20   | Noticed a juggernaut
436677 | Zig:20   | Noticed a juggernaut
436677 | Zig:20   | Killed a juggernaut
436678 | Zig:20   | Noticed a juggernaut
436678 | Zig:20   | Noticed a juggernaut
436679 | Zig:20   | Noticed a juggernaut
436679 | Zig:20   | Noticed a juggernaut
436680 | Zig:20   | Noticed a juggernaut
436680 | Zig:20   | Noticed a juggernaut
436682 | Zig:20   | Noticed a juggernaut
436682 | Zig:20   | Noticed a juggernaut
436682 | Zig:20   | Noticed a juggernaut
436686 | Zig:20   | Noticed a juggernaut
436687 | Zig:20   | Killed a juggernaut
436687 | Zig:20   | Killed a juggernaut
436687 | Zig:20   | Killed a juggernaut
436687 | Zig:20   | Killed a juggernaut
436687 | Zig:20   | Killed a juggernaut
436687 | Zig:20   | Killed a juggernaut
436687 | Zig:20   | Killed a juggernaut
436687 | Zig:20   | Killed a juggernaut
436687 | Zig:20   | Killed a juggernaut
436687 | Zig:20   | Killed a juggernaut
436687 | Zig:20   | Killed a juggernaut
436687 | Zig:20   | Killed a juggernaut
436687 | Zig:20   | Killed a juggernaut
436687 | Zig:20   | Killed a juggernaut
436687 | Zig:20   | Killed a juggernaut
436687 | Zig:20   | Killed a juggernaut
436687 | Zig:20   | Killed a juggernaut
436687 | Zig:20   | Killed a juggernaut
436687 | Zig:20   | Killed a juggernaut
436688 | Zig:20   | Noticed a juggernaut
436689 | Zig:20   | Noticed a juggernaut
436689 | Zig:20   | Noticed a juggernaut
436690 | Zig:20   | Noticed a juggernaut
436691 | Zig:20   | Noticed a juggernaut
436692 | Zig:20   | Noticed a juggernaut
436694 | Zig:20   | Noticed a juggernaut
436696 | Zig:20   | Killed a juggernaut
436697 | Zig:20   | Killed a juggernaut
436697 | Zig:20   | Killed a juggernaut
436697 | Zig:20   | Killed a juggernaut
436697 | Zig:20   | Killed a juggernaut
436697 | Zig:20   | Killed a juggernaut
436697 | Zig:20   | Killed a juggernaut
436697 | Zig:20   | Killed a juggernaut
436698 | Zig:20   | Noticed a juggernaut
436698 | Zig:20   | Noticed a juggernaut
436698 | Zig:20   | Noticed a juggernaut
436699 | Zig:20   | Noticed a juggernaut
436699 | Zig:20   | Noticed a juggernaut
436699 | Zig:20   | Noticed a juggernaut
436700 | Zig:20   | Noticed a juggernaut
436700 | Zig:20   | Noticed a juggernaut
436702 | Zig:20   | Noticed a juggernaut
436702 | Zig:20   | Noticed a juggernaut
436702 | Zig:20   | Noticed a juggernaut
436702 | Zig:20   | Noticed a juggernaut
436703 | Zig:20   | Noticed a juggernaut
436705 | Zig:20   | Noticed a juggernaut
436705 | Zig:20   | Killed a juggernaut
436705 | Zig:20   | Killed a juggernaut
436705 | Zig:20   | Killed a juggernaut
436705 | Zig:20   | Killed a juggernaut
436705 | Zig:20   | Killed a juggernaut
436705 | Zig:20   | Killed a juggernaut
436705 | Zig:20   | Killed a juggernaut
436705 | Zig:20   | Killed a juggernaut
436705 | Zig:20   | Killed a juggernaut
436705 | Zig:20   | Killed a juggernaut
436705 | Zig:20   | Killed a juggernaut
436706 | Zig:20   | Noticed a juggernaut
436707 | Zig:20   | Noticed a juggernaut
436707 | Zig:20   | Noticed a juggernaut
436708 | Zig:20   | Noticed a juggernaut
436708 | Zig:20   | Noticed a juggernaut
436708 | Zig:20   | Killed a juggernaut
436709 | Zig:20   | Noticed a juggernaut
436710 | Zig:20   | Killed a juggernaut
436711 | Zig:20   | Noticed a juggernaut
436715 | Zig:20   | Noticed a juggernaut
436715 | Zig:20   | Noticed a juggernaut
436716 | Zig:20   | Killed a juggernaut
436716 | Zig:20   | Killed a juggernaut
436716 | Zig:20   | Killed a juggernaut
436716 | Zig:20   | Killed a juggernaut
436716 | Zig:20   | Killed a juggernaut
436716 | Zig:20   | Killed a juggernaut
436716 | Zig:20   | Killed a juggernaut
436716 | Zig:20   | Killed a juggernaut
436716 | Zig:20   | Killed a juggernaut
436717 | Zig:20   | Noticed a juggernaut
436717 | Zig:20   | Noticed a juggernaut
436717 | Zig:20   | Noticed a juggernaut
436717 | Zig:20   | Noticed a juggernaut
436717 | Zig:20   | Noticed a juggernaut
436717 | Zig:20   | Noticed a juggernaut
436721 | Zig:20   | Noticed a juggernaut
436726 | Zig:20   | Noticed a juggernaut
436727 | Zig:20   | Noticed a juggernaut
436729 | Zig:20   | Killed a juggernaut
436729 | Zig:20   | Killed a juggernaut
436729 | Zig:20   | Killed a juggernaut
436729 | Zig:20   | Killed a juggernaut
436729 | Zig:20   | Killed a juggernaut
436729 | Zig:20   | Killed a juggernaut
436729 | Zig:20   | Killed a juggernaut
436729 | Zig:20   | Killed a juggernaut
436729 | Zig:20   | Killed a juggernaut
436729 | Zig:20   | Killed a juggernaut
436731 | Zig:20   | Noticed a juggernaut
436731 | Zig:20   | Noticed a juggernaut
436731 | Zig:20   | Noticed a juggernaut
436732 | Zig:20   | Noticed a juggernaut
436732 | Zig:20   | Noticed a juggernaut
436732 | Zig:20   | Noticed a juggernaut
436733 | Zig:20   | Noticed a juggernaut
436734 | Zig:20   | Noticed a juggernaut
436740 | Zig:20   | Noticed a juggernaut
436741 | Zig:20   | Noticed a juggernaut
436741 | Zig:20   | Noticed a juggernaut
436744 | Zig:20   | Killed a juggernaut
436744 | Zig:20   | Killed a juggernaut
436744 | Zig:20   | Killed a juggernaut
436744 | Zig:20   | Killed a juggernaut
436744 | Zig:20   | Killed a juggernaut
436744 | Zig:20   | Killed a juggernaut
436744 | Zig:20   | Killed a juggernaut
436744 | Zig:20   | Killed a juggernaut
436744 | Zig:20   | Killed a juggernaut
436744 | Zig:20   | Killed a juggernaut
436745 | Zig:20   | Noticed a juggernaut
436745 | Zig:20   | Noticed a juggernaut
436745 | Zig:20   | Noticed a juggernaut
436745 | Zig:20   | Noticed a juggernaut
436746 | Zig:20   | Noticed a juggernaut
436746 | Zig:20   | Noticed a juggernaut
436746 | Zig:20   | Noticed a juggernaut
436748 | Zig:20   | Noticed a juggernaut
436748 | Zig:20   | Noticed a juggernaut
436748 | Zig:20   | Noticed a juggernaut
436749 | Zig:20   | Noticed a juggernaut
436749 | Zig:20   | Noticed a juggernaut
436752 | Zig:20   | Noticed a juggernaut
436756 | Zig:20   | Noticed a juggernaut
436757 | Zig:20   | Noticed a juggernaut
436758 | Zig:20   | Killed a juggernaut
436758 | Zig:20   | Killed a juggernaut
436758 | Zig:20   | Killed a juggernaut
436758 | Zig:20   | Killed a juggernaut
436758 | Zig:20   | Killed a juggernaut
436758 | Zig:20   | Killed a juggernaut
436758 | Zig:20   | Killed a juggernaut
436758 | Zig:20   | Killed a juggernaut
436758 | Zig:20   | Killed a juggernaut
436758 | Zig:20   | Killed a juggernaut
436759 | Zig:20   | Noticed a juggernaut
436759 | Zig:20   | Killed a juggernaut
436760 | Zig:20   | Noticed a juggernaut
436764 | Zig:20   | Killed a juggernaut
436764 | Zig:20   | Killed a juggernaut
436764 | Zig:20   | Killed a juggernaut
436764 | Zig:20   | Killed a juggernaut
436764 | Zig:20   | Killed a juggernaut
436764 | Zig:20   | Killed a juggernaut
436775 | Zig:20   | Killed a juggernaut
436812 | Zig:20   | Identified the +1 cloak "Irpheycs" {rF+} (You found it on level 20 of a ziggurat)
436815 | Zig:20   | Identified the cursed +0 pair of boots of the Ecumenical Temple {Int+3} (You found it on level 20 of a ziggurat)
436817 | Zig:20   | Got a twitching glass ring
436823 | Zig:20   | Got a steaming steel ring
436825 | Zig:20   | Identified the ring of Ankeilil {rPois rN++ Str+2 Int+3 Dex-5} (You found it on level 20 of a ziggurat)
436842 | Zig:20   | Got a wavering emerald amulet
436843 | Zig:20   | Identified the amulet of Kiharph {Regen+ Str+3} (You found it on level 20 of a ziggurat)
436851 | Zig:20   | Got a clouded granite ring
436852 | Zig:20   | Identified the ring "Ufyul" {rC+ Str+3 Int+4 Dex+4 Slay+2} (You found it on level 20 of a ziggurat)
436873 | Zig:20   | Got a pitted lead ring
436875 | Zig:20   | Identified the ring "Cybifyv" {rCorr rElec rF+ rC+ MR- Int+4} (You found it on level 20 of a ziggurat)
437128 | Zig:20   | Identified the +1 helmet of Xutixued {Int+2} (You found it on level 20 of a ziggurat)
437133 | Zig:20   | Identified the cursed +0 hat "Haalob" {rPois rC+} (You found it on level 20 of a ziggurat)
437180 | Zig:21   | Entered Level 21 of a ziggurat
437440 | Zig:21   | Got a faintly glowing golden ring
437442 | Zig:21   | Identified the ring "Qeha" {rCorr Str+6 Int-5 Stlth+} (You found it on level 21 of a ziggurat)
437455 | Zig:21   | Got a scorched jade ring
437456 | Zig:21   | Identified the ring of the Komtur {+Inv rF+ MR+++ Int-4 Slay-4} (You found it on level 21 of a ziggurat)
437480 | Zig:21   | Got a steaming bone ring
437481 | Zig:21   | Identified the ring of Nyukhluti {Ice *Contam +Fly rPois MP+9} (You found it on level 21 of a ziggurat)
437607 | Zig:21   | Identified the +2 crystal plate armour of Hopedwei {*Drain rF+++ Regen+ Slay+6} (You found it on level 21 of a ziggurat)
437755 | Zig:22   | Entered Level 22 of a ziggurat
437863 | Zig:22   | Got a warped granite ring
437865 | Zig:22   | Identified the ring "Onifud" {Wiz *Corrode Str+3 Int+4 SInv} (You found it on level 22 of a ziggurat)
437948 | Zig:22   | Identified Iqepn's Papyrus of the Dislocated Volcanoes
437951 | Zig:22   | Identified the Tome of the Volcanoes and Cold
437981 | Zig:22   | Identified the Papyrus of the Volcanoes and Calling
438014 | Zig:22   | Got a vibrating ivory amulet
438015 | Zig:22   | Identified the amulet "Feez" {Spirit -Tele rElec rF++ Int+3 Dex-4} (You found it on level 22 of a ziggurat)
438176 | Zig:23   | Entered Level 23 of a ziggurat
438178 | Zig:23   | Noticed an ancient lich
438178 | Zig:23   | Noticed an ancient lich
438178 | Zig:23   | Noticed an ancient lich
438178 | Zig:23   | Noticed an ancient lich
438178 | Zig:23   | Noticed an ancient lich
438179 | Zig:23   | Noticed an ancient lich
438179 | Zig:23   | Noticed an ancient lich
438180 | Zig:23   | Noticed an ancient lich
438180 | Zig:23   | Noticed an ancient lich
438180 | Zig:23   | Noticed an ancient lich
438180 | Zig:23   | Noticed an ancient lich
438181 | Zig:23   | Noticed an ancient lich
438181 | Zig:23   | Noticed an ancient lich
438181 | Zig:23   | Noticed an ancient lich
438181 | Zig:23   | Noticed an ancient lich
438181 | Zig:23   | Noticed an ancient lich
438181 | Zig:23   | Noticed an ancient lich
438181 | Zig:23   | Noticed an ancient lich
438182 | Zig:23   | Killed an ancient lich
438182 | Zig:23   | Killed an ancient lich
438182 | Zig:23   | Killed an ancient lich
438182 | Zig:23   | Killed an ancient lich
438182 | Zig:23   | Killed an ancient lich
438182 | Zig:23   | Killed an ancient lich
438182 | Zig:23   | Killed an ancient lich
438183 | Zig:23   | Killed an ancient lich
438183 | Zig:23   | Killed an ancient lich
438183 | Zig:23   | Killed an ancient lich
438183 | Zig:23   | Killed an ancient lich
438183 | Zig:23   | Killed an ancient lich
438183 | Zig:23   | Killed an ancient lich
438183 | Zig:23   | Killed an ancient lich
438183 | Zig:23   | Killed an ancient lich
438183 | Zig:23   | Killed an ancient lich
438184 | Zig:23   | Noticed an ancient lich
438184 | Zig:23   | Noticed an ancient lich
438184 | Zig:23   | Noticed an ancient lich
438184 | Zig:23   | Noticed an ancient lich
438184 | Zig:23   | Noticed an ancient lich
438184 | Zig:23   | Noticed an ancient lich
438184 | Zig:23   | Noticed an ancient lich
438184 | Zig:23   | Noticed an ancient lich
438185 | Zig:23   | Noticed an ancient lich
438185 | Zig:23   | Noticed an ancient lich
438185 | Zig:23   | Noticed an ancient lich
438186 | Zig:23   | Noticed an ancient lich
438186 | Zig:23   | Killed an ancient lich
438187 | Zig:23   | Killed an ancient lich
438187 | Zig:23   | Killed an ancient lich
438187 | Zig:23   | Killed an ancient lich
438187 | Zig:23   | Killed an ancient lich
438187 | Zig:23   | Killed an ancient lich
438187 | Zig:23   | Killed an ancient lich
438187 | Zig:23   | Killed an ancient lich
438187 | Zig:23   | Killed an ancient lich
438187 | Zig:23   | Killed an ancient lich
438188 | Zig:23   | Noticed an ancient lich
438188 | Zig:23   | Noticed an ancient lich
438188 | Zig:23   | Noticed an ancient lich
438188 | Zig:23   | Noticed an ancient lich
438188 | Zig:23   | Noticed an ancient lich
438188 | Zig:23   | Killed an ancient lich
438188 | Zig:23   | Killed an ancient lich
438188 | Zig:23   | Killed an ancient lich
438189 | Zig:23   | Noticed an ancient lich
438189 | Zig:23   | Noticed an ancient lich
438189 | Zig:23   | Noticed an ancient lich
438189 | Zig:23   | Noticed an ancient lich
438189 | Zig:23   | Killed an ancient lich
438190 | Zig:23   | Noticed an ancient lich
438190 | Zig:23   | Noticed an ancient lich
438190 | Zig:23   | Noticed an ancient lich
438190 | Zig:23   | Noticed an ancient lich
438190 | Zig:23   | Noticed an ancient lich
438190 | Zig:23   | Noticed an ancient lich
438190 | Zig:23   | Killed an ancient lich
438190 | Zig:23   | Killed an ancient lich
438191 | Zig:23   | Noticed an ancient lich
438191 | Zig:23   | Noticed an ancient lich
438191 | Zig:23   | Noticed an ancient lich
438192 | Zig:23   | Killed an ancient lich
438192 | Zig:23   | Killed an ancient lich
438192 | Zig:23   | Killed an ancient lich
438192 | Zig:23   | Killed an ancient lich
438192 | Zig:23   | Killed an ancient lich
438192 | Zig:23   | Killed an ancient lich
438192 | Zig:23   | Killed an ancient lich
438192 | Zig:23   | Killed an ancient lich
438192 | Zig:23   | Killed an ancient lich
438193 | Zig:23   | Noticed an ancient lich
438193 | Zig:23   | Noticed an ancient lich
438193 | Zig:23   | Noticed an ancient lich
438193 | Zig:23   | Noticed an ancient lich
438193 | Zig:23   | Noticed an ancient lich
438193 | Zig:23   | Noticed an ancient lich
438193 | Zig:23   | Noticed an ancient lich
438194 | Zig:23   | Noticed an ancient lich
438196 | Zig:23   | Noticed an ancient lich
438196 | Zig:23   | Noticed an ancient lich
438196 | Zig:23   | Noticed an ancient lich
438196 | Zig:23   | Killed an ancient lich
438196 | Zig:23   | Killed an ancient lich
438196 | Zig:23   | Killed an ancient lich
438196 | Zig:23   | Killed an ancient lich
438196 | Zig:23   | Killed an ancient lich
438196 | Zig:23   | Killed an ancient lich
438196 | Zig:23   | Killed an ancient lich
438196 | Zig:23   | Killed an ancient lich
438196 | Zig:23   | Killed an ancient lich
438196 | Zig:23   | Killed an ancient lich
438196 | Zig:23   | Killed an ancient lich
438196 | Zig:23   | Killed an ancient lich
438196 | Zig:23   | Killed an ancient lich
438197 | Zig:23   | Noticed an ancient lich
438197 | Zig:23   | Noticed an ancient lich
438197 | Zig:23   | Noticed an ancient lich
438197 | Zig:23   | Noticed an ancient lich
438197 | Zig:23   | Noticed an ancient lich
438197 | Zig:23   | Noticed an ancient lich
438197 | Zig:23   | Killed an ancient lich
438197 | Zig:23   | Killed an ancient lich
438198 | Zig:23   | Noticed an ancient lich
438198 | Zig:23   | Noticed an ancient lich
438198 | Zig:23   | Noticed an ancient lich
438198 | Zig:23   | Noticed an ancient lich
438198 | Zig:23   | Noticed an ancient lich
438198 | Zig:23   | Noticed an ancient lich
438198 | Zig:23   | Noticed an ancient lich
438198 | Zig:23   | Noticed an ancient lich
438198 | Zig:23   | Killed an ancient lich
438198 | Zig:23   | Killed an ancient lich
438199 | Zig:23   | Noticed an ancient lich
438199 | Zig:23   | Noticed an ancient lich
438199 | Zig:23   | Noticed an ancient lich
438199 | Zig:23   | Noticed an ancient lich
438199 | Zig:23   | Killed an ancient lich
438199 | Zig:23   | Killed an ancient lich
438199 | Zig:23   | Killed an ancient lich
438199 | Zig:23   | Killed an ancient lich
438200 | Zig:23   | Noticed an ancient lich
438200 | Zig:23   | Noticed an ancient lich
438200 | Zig:23   | Noticed an ancient lich
438200 | Zig:23   | Killed an ancient lich
438200 | Zig:23   | Killed an ancient lich
438200 | Zig:23   | Killed an ancient lich
438200 | Zig:23   | Killed an ancient lich
438200 | Zig:23   | Killed an ancient lich
438200 | Zig:23   | Killed an ancient lich
438200 | Zig:23   | Killed an ancient lich
438201 | Zig:23   | Noticed an ancient lich
438201 | Zig:23   | Noticed an ancient lich
438201 | Zig:23   | Noticed an ancient lich
438201 | Zig:23   | Noticed an ancient lich
438201 | Zig:23   | Noticed an ancient lich
438201 | Zig:23   | Noticed an ancient lich
438201 | Zig:23   | Noticed an ancient lich
438201 | Zig:23   | Noticed an ancient lich
438201 | Zig:23   | Noticed an ancient lich
438202 | Zig:23   | Noticed an ancient lich
438202 | Zig:23   | Noticed an ancient lich
438202 | Zig:23   | Noticed an ancient lich
438202 | Zig:23   | Noticed an ancient lich
438202 | Zig:23   | Noticed an ancient lich
438202 | Zig:23   | Noticed an ancient lich
438203 | Zig:23   | Noticed an ancient lich
438203 | Zig:23   | Noticed an ancient lich
438203 | Zig:23   | Killed an ancient lich
438203 | Zig:23   | Killed an ancient lich
438203 | Zig:23   | Killed an ancient lich
438203 | Zig:23   | Killed an ancient lich
438203 | Zig:23   | Killed an ancient lich
438203 | Zig:23   | Killed an ancient lich
438203 | Zig:23   | Killed an ancient lich
438203 | Zig:23   | Killed an ancient lich
438203 | Zig:23   | Killed an ancient lich
438203 | Zig:23   | Killed an ancient lich
438203 | Zig:23   | Killed an ancient lich
438203 | Zig:23   | Killed an ancient lich
438203 | Zig:23   | Killed an ancient lich
438203 | Zig:23   | Killed an ancient lich
438203 | Zig:23   | Killed an ancient lich
438203 | Zig:23   | Killed an ancient lich
438203 | Zig:23   | Killed an ancient lich
438203 | Zig:23   | Killed an ancient lich
438203 | Zig:23   | Killed an ancient lich
438204 | Zig:23   | Noticed an ancient lich
438204 | Zig:23   | Noticed an ancient lich
438204 | Zig:23   | Noticed an ancient lich
438204 | Zig:23   | Noticed an ancient lich
438204 | Zig:23   | Noticed an ancient lich
438204 | Zig:23   | Noticed an ancient lich
438204 | Zig:23   | Noticed an ancient lich
438205 | Zig:23   | Noticed an ancient lich
438206 | Zig:23   | Noticed an ancient lich
438206 | Zig:23   | Noticed an ancient lich
438206 | Zig:23   | Noticed an ancient lich
438206 | Zig:23   | Noticed an ancient lich
438206 | Zig:23   | Killed an ancient lich
438206 | Zig:23   | Killed an ancient lich
438206 | Zig:23   | Killed an ancient lich
438206 | Zig:23   | Killed an ancient lich
438207 | Zig:23   | Noticed an ancient lich
438207 | Zig:23   | Noticed an ancient lich
438207 | Zig:23   | Killed an ancient lich
438207 | Zig:23   | Killed an ancient lich
438207 | Zig:23   | Killed an ancient lich
438207 | Zig:23   | Killed an ancient lich
438208 | Zig:23   | Noticed an ancient lich
438208 | Zig:23   | Killed an ancient lich
438208 | Zig:23   | Killed an ancient lich
438208 | Zig:23   | Killed an ancient lich
438209 | Zig:23   | Noticed an ancient lich
438209 | Zig:23   | Noticed an ancient lich
438209 | Zig:23   | Killed an ancient lich
438209 | Zig:23   | Killed an ancient lich
438209 | Zig:23   | Killed an ancient lich
438209 | Zig:23   | Killed an ancient lich
438209 | Zig:23   | Killed an ancient lich
438210 | Zig:23   | Noticed an ancient lich
438210 | Zig:23   | Noticed an ancient lich
438210 | Zig:23   | Killed an ancient lich
438210 | Zig:23   | Killed an ancient lich
438210 | Zig:23   | Killed an ancient lich
438210 | Zig:23   | Killed an ancient lich
438210 | Zig:23   | Killed an ancient lich
438210 | Zig:23   | Killed an ancient lich
438210 | Zig:23   | Killed an ancient lich
438211 | Zig:23   | Noticed an ancient lich
438211 | Zig:23   | Noticed an ancient lich
438211 | Zig:23   | Noticed an ancient lich
438211 | Zig:23   | Noticed an ancient lich
438211 | Zig:23   | Noticed an ancient lich
438211 | Zig:23   | Noticed an ancient lich
438211 | Zig:23   | Noticed an ancient lich
438212 | Zig:23   | Noticed an ancient lich
438212 | Zig:23   | Noticed an ancient lich
438212 | Zig:23   | Noticed an ancient lich
438212 | Zig:23   | Noticed an ancient lich
438212 | Zig:23   | Noticed an ancient lich
438212 | Zig:23   | Noticed an ancient lich
438212 | Zig:23   | Noticed an ancient lich
438212 | Zig:23   | Noticed an ancient lich
438213 | Zig:23   | Noticed an ancient lich
438213 | Zig:23   | Noticed an ancient lich
438213 | Zig:23   | Noticed an ancient lich
438213 | Zig:23   | Noticed an ancient lich
438213 | Zig:23   | Noticed an ancient lich
438213 | Zig:23   | Noticed an ancient lich
438213 | Zig:23   | Noticed an ancient lich
438213 | Zig:23   | Noticed an ancient lich
438213 | Zig:23   | Noticed an ancient lich
438213 | Zig:23   | Noticed an ancient lich
438213 | Zig:23   | Noticed an ancient lich
438214 | Zig:23   | Noticed an ancient lich
438214 | Zig:23   | Noticed an ancient lich
438214 | Zig:23   | Noticed an ancient lich
438214 | Zig:23   | Noticed an ancient lich
438214 | Zig:23   | Noticed an ancient lich
438214 | Zig:23   | Killed an ancient lich
438214 | Zig:23   | Killed an ancient lich
438214 | Zig:23   | Killed an ancient lich
438214 | Zig:23   | Killed an ancient lich
438214 | Zig:23   | Killed an ancient lich
438214 | Zig:23   | Killed an ancient lich
438214 | Zig:23   | Killed an ancient lich
438214 | Zig:23   | Killed an ancient lich
438214 | Zig:23   | Killed an ancient lich
438214 | Zig:23   | Killed an ancient lich
438214 | Zig:23   | Killed an ancient lich
438214 | Zig:23   | Killed an ancient lich
438214 | Zig:23   | Killed an ancient lich
438215 | Zig:23   | Noticed an ancient lich
438215 | Zig:23   | Noticed an ancient lich
438215 | Zig:23   | Noticed an ancient lich
438215 | Zig:23   | Killed an ancient lich
438215 | Zig:23   | Killed an ancient lich
438215 | Zig:23   | Killed an ancient lich
438215 | Zig:23   | Killed an ancient lich
438215 | Zig:23   | Killed an ancient lich
438215 | Zig:23   | Killed an ancient lich
438215 | Zig:23   | Killed an ancient lich
438215 | Zig:23   | Killed an ancient lich
438215 | Zig:23   | Killed an ancient lich
438215 | Zig:23   | Killed an ancient lich
438215 | Zig:23   | Killed an ancient lich
438215 | Zig:23   | Killed an ancient lich
438215 | Zig:23   | Killed an ancient lich
438215 | Zig:23   | Killed an ancient lich
438215 | Zig:23   | Killed an ancient lich
438215 | Zig:23   | Killed an ancient lich
438215 | Zig:23   | Killed an ancient lich
438215 | Zig:23   | Killed an ancient lich
438215 | Zig:23   | Killed an ancient lich
438215 | Zig:23   | Killed an ancient lich
438215 | Zig:23   | Killed an ancient lich
438215 | Zig:23   | Killed an ancient lich
438215 | Zig:23   | Killed an ancient lich
438215 | Zig:23   | Killed an ancient lich
438215 | Zig:23   | Killed an ancient lich
438216 | Zig:23   | Noticed an ancient lich
438216 | Zig:23   | Noticed an ancient lich
438216 | Zig:23   | Noticed an ancient lich
438216 | Zig:23   | Noticed an ancient lich
438216 | Zig:23   | Noticed an ancient lich
438217 | Zig:23   | Noticed an ancient lich
438217 | Zig:23   | Noticed an ancient lich
438218 | Zig:23   | Noticed an ancient lich
438218 | Zig:23   | Noticed an ancient lich
438218 | Zig:23   | Noticed an ancient lich
438218 | Zig:23   | Killed an ancient lich
438219 | Zig:23   | Noticed an ancient lich
438219 | Zig:23   | Noticed an ancient lich
438219 | Zig:23   | Noticed an ancient lich
438219 | Zig:23   | Noticed an ancient lich
438219 | Zig:23   | Noticed an ancient lich
438220 | Zig:23   | Noticed an ancient lich
438220 | Zig:23   | Killed an ancient lich
438220 | Zig:23   | Killed an ancient lich
438220 | Zig:23   | Killed an ancient lich
438220 | Zig:23   | Killed an ancient lich
438220 | Zig:23   | Killed an ancient lich
438220 | Zig:23   | Killed an ancient lich
438221 | Zig:23   | Noticed an ancient lich
438221 | Zig:23   | Noticed an ancient lich
438221 | Zig:23   | Noticed an ancient lich
438221 | Zig:23   | Killed an ancient lich
438221 | Zig:23   | Killed an ancient lich
438221 | Zig:23   | Killed an ancient lich
438221 | Zig:23   | Killed an ancient lich
438221 | Zig:23   | Killed an ancient lich
438221 | Zig:23   | Killed an ancient lich
438222 | Zig:23   | Noticed an ancient lich
438223 | Zig:23   | Noticed an ancient lich
438223 | Zig:23   | Noticed an ancient lich
438223 | Zig:23   | Noticed an ancient lich
438223 | Zig:23   | Noticed an ancient lich
438224 | Zig:23   | Noticed an ancient lich
438224 | Zig:23   | Noticed an ancient lich
438224 | Zig:23   | Noticed an ancient lich
438225 | Zig:23   | Noticed an ancient lich
438225 | Zig:23   | Noticed an ancient lich
438225 | Zig:23   | Killed an ancient lich
438225 | Zig:23   | Killed an ancient lich
438225 | Zig:23   | Killed an ancient lich
438225 | Zig:23   | Killed an ancient lich
438225 | Zig:23   | Killed an ancient lich
438225 | Zig:23   | Killed an ancient lich
438225 | Zig:23   | Killed an ancient lich
438225 | Zig:23   | Killed an ancient lich
438226 | Zig:23   | Noticed an ancient lich
438226 | Zig:23   | Noticed an ancient lich
438226 | Zig:23   | Noticed an ancient lich
438226 | Zig:23   | Killed an ancient lich
438227 | Zig:23   | Noticed an ancient lich
438227 | Zig:23   | Noticed an ancient lich
438227 | Zig:23   | Killed an ancient lich
438227 | Zig:23   | Killed an ancient lich
438227 | Zig:23   | Killed an ancient lich
438228 | Zig:23   | Killed an ancient lich
438228 | Zig:23   | Killed an ancient lich
438228 | Zig:23   | Killed an ancient lich
438229 | Zig:23   | Killed an ancient lich
438229 | Zig:23   | Killed an ancient lich
438230 | Zig:23   | Killed an ancient lich
438231 | Zig:23   | Noticed an ancient lich
438231 | Zig:23   | Noticed an ancient lich
438231 | Zig:23   | Noticed an ancient lich
438231 | Zig:23   | Noticed an ancient lich
438231 | Zig:23   | Noticed an ancient lich
438231 | Zig:23   | Noticed an ancient lich
438231 | Zig:23   | Noticed an ancient lich
438231 | Zig:23   | Killed an ancient lich
438231 | Zig:23   | Killed an ancient lich
438231 | Zig:23   | Killed an ancient lich
438232 | Zig:23   | Noticed an ancient lich
438234 | Zig:23   | Killed an ancient lich
438234 | Zig:23   | Killed an ancient lich
438234 | Zig:23   | Killed an ancient lich
438234 | Zig:23   | Killed an ancient lich
438235 | Zig:23   | Noticed an ancient lich
438237 | Zig:23   | Killed an ancient lich
438237 | Zig:23   | Killed an ancient lich
438238 | Zig:23   | Killed an ancient lich
438238 | Zig:23   | Killed an ancient lich
438240 | Zig:23   | Killed an ancient lich
438240 | Zig:23   | Killed an ancient lich
438241 | Zig:23   | Noticed an ancient lich
438247 | Zig:23   | Killed an ancient lich
438268 | Zig:23   | Got a warped golden ring
438270 | Zig:23   | Identified the ring "Nihut" {+Fly rPois rC+++ MP-9 Int-2} (You found it on level 23 of a ziggurat)
438291 | Zig:23   | Got a sparkling lead ring
438292 | Zig:23   | Identified the ring of Circularity {MR+ Str+2 SInv} (You found it on level 23 of a ziggurat)
438313 | Zig:23   | Got a brightly glowing lapis lazuli ring
438314 | Zig:23   | Identified the ring "Faeqown" {rElec SInv} (You found it on level 23 of a ziggurat)
438554 | Zig:23   | Identified Sif Muna's Handbook of Flight
438556 | Zig:23   | Identified Sif Muna's Grimoire of Calling and Curses
438565 | Zig:24   | Entered Level 24 of a ziggurat
438678 | Zig:24   | Got a brightly glowing tin amulet
438679 | Zig:24   | Identified the amulet of Uskayaw's Castigation {*Drain *Slow Regen+ Int+4 Dex+9} (You found it on level 24 of a ziggurat)
438953 | Zig:24   | Got a scorched ivory ring
438955 | Zig:24   | Identified the ring "Usyethr Duru" {rCorr +Fly Slay+2} (You found it on level 24 of a ziggurat)
439047 | Zig:25   | Entered Level 25 of a ziggurat
439137 | Zig:25   | Identified Sif Muna's Almanac of Flames
439142 | Zig:25   | Identified the Compendium of the Shifting Oath
439150 | Zig:25   | Got a serpentine pewter ring
439151 | Zig:25   | Identified the ring "Facost" {+Fly rF+ rN+ MR+} (You found it on level 25 of a ziggurat)
439155 | Zig:25   | Identified the +0 pair of boots of the Planets {Stlth+} (You found it on level 25 of a ziggurat)
439165 | Zig:25   | Got a vibrating brass ring
439166 | Zig:25   | Identified the ring "Xeem" {rPois rF- rN+ Str+3} (You found it on level 25 of a ziggurat)
439175 | Zig:25   | Got a heavily runed amber ring
439176 | Zig:25   | Identified the ring of Houlagau {*Tele *Contam rElec rPois rF++} (You found it on level 25 of a ziggurat)
439191 | Zig:25   | Got a wavering bone ring
439192 | Zig:25   | Identified the ring of Peac {rF+ Int+6} (You found it on level 25 of a ziggurat)
439202 | Zig:25   | Got a crude amber ring
439203 | Zig:25   | Identified the ring "Setiguu" {Ice rElec Str+4 Stlth+} (You found it on level 25 of a ziggurat)
439241 | Zig:25   | Got a coiled lead ring
439242 | Zig:25   | Identified the ring of the Commoners {+Inv +Fly rN+++ Str-4 Dex+6} (You found it on level 25 of a ziggurat)
439488 | Zig:25   | Identified the +0 hat of Coronation {-Tele rF+ Int+6 Slay-4} (You found it on level 25 of a ziggurat)
439536 | Zig:26   | Entered Level 26 of a ziggurat
439745 | Zig:26   | Got a sparkling steel ring
439746 | Zig:26   | Identified the ring of Zin's Whim {rF+ rC+ MP+9 Str+4 Dex-2} (You found it on level 26 of a ziggurat)
439750 | Zig:26   | Identified the ring of the Lily {rF+ rC+ MR+ Str+3 Int+2} (You found it on level 20 of a ziggurat)
439793 | Zig:26   | Got a coiled marble ring
439794 | Zig:26   | Identified the ring of Iblymej {Wiz Str+4 Dex+5} (You found it on level 26 of a ziggurat)
440173 | Zig:26   | Identified the +0 pair of gloves of Lexkot {rElec rN+ rCorr} (You found it on level 26 of a ziggurat)
440180 | Zig:26   | Identified the +11 broad axe of Proximity {drain, Int+5 Dex-3 Stlth+} (You found it on level 26 of a ziggurat)
440231 | Zig:27   | Entered Level 27 of a ziggurat
440356 | Zig:27   | Got a scorched pewter ring
440358 | Zig:27   | Identified the ring "Ceniad" {rF+ rC+ MR+ Slay-3 Stlth+} (You found it on level 27 of a ziggurat)
440379 | Zig:27   | Got an ancient lead ring
440380 | Zig:27   | Identified the ring "Xacisk" {Wiz rN+ Dex+3} (You found it on level 27 of a ziggurat)
440386 | Zig:27   | Identified Pearedas's Guide on Venomous Moulding
440389 | Zig:27   | Identified the +1 broad axe "Hauhaehu" {antimagic, SInv} (You found it on level 27 of a ziggurat)
440395 | Zig:27   | Got a smoking golden ring
440396 | Zig:27   | Identified the ring of Fybla {+Fly rC+} (You found it on level 27 of a ziggurat)
440401 | Zig:27   | Got a translucent lead ring
440402 | Zig:27   | Identified the ring "Dydack" {rPois rF- rC+ MP+9 Str-3} (You found it on level 27 of a ziggurat)
440423 | Zig:27   | Got a heavily runed iron ring
440424 | Zig:27   | Identified the ring "Estroi Pifupp" {*Tele rN+ MR+ Str+6} (You found it on level 27 of a ziggurat)
440427 | Zig:27   | Identified the Almanac of Lucky Companions
440432 | Zig:27   | Got a heavily runed amber ring
440433 | Zig:27   | Identified the ring "Kahita" {rF+ Str-3 Int+3 Dex+4 SInv} (You found it on level 27 of a ziggurat)
440770 | Depths:2 | Identified the +7 large shield "Jontas" {Str+3 Slay+3 Stlth+} (You acquired it on level 2 of the Depths)
440771 | Depths:2 | Identified the +0 pair of gloves of Bitterness {+Blink rC+ Str+4} (You acquired it on level 2 of the Depths)
440772 | Depths:2 | Identified the +4 pair of gloves of Weightlessness {*Drain Regen+ Dex+3} (You acquired it on level 2 of the Depths)
440773 | Depths:2 | Identified the +2 large shield of the Cicada {Slay+3} (You acquired it on level 2 of the Depths)
440774 | Depths:2 | Identified the +2 pair of gloves of the Blizzard {rF+ rC+ Int+3} (You acquired it on level 2 of the Depths)
440821 | Depths:1 | Identified the ring of the Griffon {+Fly rF+ rC+ Dex+3 Slay-5} (You found it on level 27 of a ziggurat)
440908 | Zig:1    | Entered Level 1 of a ziggurat
440945 | Zig:2    | Entered Level 2 of a ziggurat
441030 | Zig:3    | Entered Level 3 of a ziggurat
441039 | Zig:3    | Noticed Wegeet Qukh the pandemonium lord
441044 | Zig:3    | Killed Wegeet Qukh the pandemonium lord
441048 | Zig:3    | Got a crude marble ring
441095 | Zig:4    | Entered Level 4 of a ziggurat
441095 | Zig:4    | Noticed Xisip the pandemonium lord
441095 | Zig:4    | Noticed Neiff the pandemonium lord
441095 | Zig:4    | Noticed Harre the pandemonium lord
441095 | Zig:4    | Noticed Awoacvoyjo the pandemonium lord
441095 | Zig:4    | Noticed Xaasizat the pandemonium lord
441095 | Zig:4    | Noticed Nauz the pandemonium lord
441095 | Zig:4    | Noticed Rut Reco the pandemonium lord
441095 | Zig:4    | Noticed Wichoic the pandemonium lord
441095 | Zig:4    | Noticed Yriucliz the pandemonium lord
441095 | Zig:4    | Noticed Winaeda the pandemonium lord
441095 | Zig:4    | Noticed Kyanusku the pandemonium lord
441095 | Zig:4    | Noticed Vepsac the pandemonium lord
441095 | Zig:4    | Noticed Zadwu the pandemonium lord
441095 | Zig:4    | Noticed Owaerom the pandemonium lord
441095 | Zig:4    | Noticed Miseoqi the pandemonium lord
441095 | Zig:4    | Noticed Ummemoar the pandemonium lord
441095 | Zig:4    | Noticed Gof Noro the pandemonium lord
441097 | Zig:4    | Noticed Podghoer the pandemonium lord
441097 | Zig:4    | Noticed Esaefad the pandemonium lord
441097 | Zig:4    | Noticed Itofax the pandemonium lord
441097 | Zig:4    | Noticed Mohuetos the pandemonium lord
441098 | Zig:4    | Noticed Puruy the pandemonium lord
441099 | Zig:4    | Noticed Fegevej the pandemonium lord
441100 | Zig:4    | Killed Miseoqi the pandemonium lord
441101 | Zig:4    | Noticed Dush the pandemonium lord
441101 | Zig:4    | Killed Zadwu the pandemonium lord
441101 | Zig:4    | Killed Harre the pandemonium lord
441102 | Zig:4    | Killed Itofax the pandemonium lord
441102 | Zig:4    | Killed Puruy the pandemonium lord
441102 | Zig:4    | Killed Owaerom the pandemonium lord
441102 | Zig:4    | Killed Xisip the pandemonium lord
441102 | Zig:4    | Killed Ummemoar the pandemonium lord
441102 | Zig:4    | Killed Neiff the pandemonium lord
441102 | Zig:4    | Killed Xaasizat the pandemonium lord
441102 | Zig:4    | Killed Gof Noro the pandemonium lord
441107 | Zig:4    | Killed Awoacvoyjo the pandemonium lord
441107 | Zig:4    | Killed Yriucliz the pandemonium lord
441107 | Zig:4    | Killed Kyanusku the pandemonium lord
441110 | Zig:4    | Noticed Tireat the pandemonium lord
441110 | Zig:4    | Killed Esaefad the pandemonium lord
441110 | Zig:4    | Killed Siokloli the pandemonium lord
441111 | Zig:4    | Noticed Kuoh the pandemonium lord
441111 | Zig:4    | Killed Podghoer the pandemonium lord
441111 | Zig:4    | Killed Nauz the pandemonium lord
441111 | Zig:4    | Killed Fegevej the pandemonium lord
441111 | Zig:4    | Killed Dush the pandemonium lord
441112 | Zig:4    | Killed Kuoh the pandemonium lord
441114 | Zig:4    | Noticed Balo the pandemonium lord
441115 | Zig:4    | Noticed Jubbab the pandemonium lord
441117 | Zig:4    | Noticed Omuv the pandemonium lord
441118 | Zig:4    | Noticed Katuluuc the pandemonium lord
441119 | Zig:4    | Noticed Xikumn the pandemonium lord
441119 | Zig:4    | Killed Vepsac the pandemonium lord
441123 | Zig:4    | Killed Tireat the pandemonium lord
441124 | Zig:4    | Killed Winaeda the pandemonium lord
441124 | Zig:4    | Killed Jubbab the pandemonium lord
441128 | Zig:4    | Killed Balo the pandemonium lord
441128 | Zig:4    | Killed Mohuetos the pandemonium lord
441128 | Zig:4    | Killed Rut Reco the pandemonium lord
441130 | Zig:4    | Killed Omuv the pandemonium lord
441130 | Zig:4    | Killed Wichoic the pandemonium lord
441130 | Zig:4    | Killed Katuluuc the pandemonium lord
441132 | Zig:4    | Killed Xikumn the pandemonium lord
441195 | Zig:5    | Entered Level 5 of a ziggurat
441195 | Zig:5    | Noticed an ancient lich
441195 | Zig:5    | Noticed an ancient lich
441195 | Zig:5    | Noticed an ancient lich
441196 | Zig:5    | Killed an ancient lich
441198 | Zig:5    | Killed an ancient lich
441199 | Zig:5    | Noticed an ancient lich
441199 | Zig:5    | Noticed an ancient lich
441199 | Zig:5    | Noticed an ancient lich
441200 | Zig:5    | Noticed an ancient lich
441201 | Zig:5    | Noticed an ancient lich
441201 | Zig:5    | Noticed an ancient lich
441202 | Zig:5    | Killed an ancient lich
441203 | Zig:5    | Noticed an ancient lich
441203 | Zig:5    | Noticed an ancient lich
441204 | Zig:5    | Killed an ancient lich
441204 | Zig:5    | Killed an ancient lich
441204 | Zig:5    | Killed an ancient lich
441204 | Zig:5    | Killed an ancient lich
441204 | Zig:5    | Killed an ancient lich
441204 | Zig:5    | Killed an ancient lich
441204 | Zig:5    | Killed an ancient lich
441205 | Zig:5    | Noticed an ancient lich
441205 | Zig:5    | Killed an ancient lich
441205 | Zig:5    | Killed an ancient lich
441274 | Zig:6    | Entered Level 6 of a ziggurat
441357 | Zig:6    | Got a shimmering copper amulet
441359 | Zig:6    | Identified the amulet of Ybor {Gourm Str+4} (You found it on level 6 of a ziggurat)
441362 | Zig:6    | Identified the ring of Beoquzxa {Wiz MR- Int+5 Dex+3} (You found it on level 3 of a ziggurat)
441382 | Zig:6    | Identified the +0 pair of boots of Entitlement {Int+4} (You found it on level 6 of a ziggurat)
441401 | Zig:7    | Entered Level 7 of a ziggurat
441401 | Zig:7    | Noticed a juggernaut
441401 | Zig:7    | Noticed a juggernaut
441401 | Zig:7    | Noticed a juggernaut
441401 | Zig:7    | Noticed a juggernaut
441401 | Zig:7    | Noticed a juggernaut
441401 | Zig:7    | Noticed a juggernaut
441401 | Zig:7    | Noticed a juggernaut
441404 | Zig:7    | Noticed a juggernaut
441404 | Zig:7    | Noticed a juggernaut
441406 | Zig:7    | Noticed a juggernaut
441411 | Zig:7    | Killed a juggernaut
441411 | Zig:7    | Killed a juggernaut
441411 | Zig:7    | Killed a juggernaut
441411 | Zig:7    | Killed a juggernaut
441411 | Zig:7    | Killed a juggernaut
441411 | Zig:7    | Killed a juggernaut
441411 | Zig:7    | Killed a juggernaut
441411 | Zig:7    | Killed a juggernaut
441411 | Zig:7    | Killed a juggernaut
441411 | Zig:7    | Killed a juggernaut
441412 | Zig:7    | Noticed a juggernaut
441412 | Zig:7    | Noticed a juggernaut
441412 | Zig:7    | Noticed a juggernaut
441413 | Zig:7    | Noticed a juggernaut
441413 | Zig:7    | Noticed a juggernaut
441413 | Zig:7    | Noticed a juggernaut
441416 | Zig:7    | Noticed a juggernaut
441423 | Zig:7    | Killed a juggernaut
441423 | Zig:7    | Killed a juggernaut
441423 | Zig:7    | Killed a juggernaut
441423 | Zig:7    | Killed a juggernaut
441423 | Zig:7    | Killed a juggernaut
441423 | Zig:7    | Killed a juggernaut
441423 | Zig:7    | Killed a juggernaut
441529 | Zig:8    | Entered Level 8 of a ziggurat
441632 | Zig:9    | Entered Level 9 of a ziggurat
441770 | Zig:10   | Entered Level 10 of a ziggurat
441922 | Zig:10   | Got a crude platinum ring
441924 | Zig:10   | Identified the ring "Gosuf" {+Blink MR+ Int+2 Dex+5} (You found it on level 10 of a ziggurat)
441958 | Zig:11   | Entered Level 11 of a ziggurat
441958 | Zig:11   | Noticed an ancient lich
441958 | Zig:11   | Noticed an ancient lich
441958 | Zig:11   | Noticed an ancient lich
441958 | Zig:11   | Noticed an ancient lich
441958 | Zig:11   | Noticed an ancient lich
441958 | Zig:11   | Noticed an ancient lich
441958 | Zig:11   | Noticed an ancient lich
441958 | Zig:11   | Noticed an ancient lich
441958 | Zig:11   | Noticed an ancient lich
441959 | Zig:11   | Killed an ancient lich
441959 | Zig:11   | Killed an ancient lich
441959 | Zig:11   | Killed an ancient lich
441959 | Zig:11   | Killed an ancient lich
441960 | Zig:11   | Noticed an ancient lich
441960 | Zig:11   | Noticed an ancient lich
441961 | Zig:11   | Noticed an ancient lich
441961 | Zig:11   | Killed an ancient lich
441961 | Zig:11   | Killed an ancient lich
441961 | Zig:11   | Killed an ancient lich
441961 | Zig:11   | Killed an ancient lich
441961 | Zig:11   | Killed an ancient lich
441962 | Zig:11   | Noticed an ancient lich
441962 | Zig:11   | Killed an ancient lich
441963 | Zig:11   | Noticed an ancient lich
441963 | Zig:11   | Noticed an ancient lich
441963 | Zig:11   | Noticed an ancient lich
441965 | Zig:11   | Noticed an ancient lich
441965 | Zig:11   | Killed an ancient lich
441965 | Zig:11   | Killed an ancient lich
441965 | Zig:11   | Killed an ancient lich
441965 | Zig:11   | Killed an ancient lich
441965 | Zig:11   | Killed an ancient lich
441966 | Zig:11   | Noticed an ancient lich
441966 | Zig:11   | Noticed an ancient lich
441966 | Zig:11   | Noticed an ancient lich
441967 | Zig:11   | Killed an ancient lich
441967 | Zig:11   | Killed an ancient lich
441968 | Zig:11   | Noticed an ancient lich
441968 | Zig:11   | Noticed an ancient lich
441968 | Zig:11   | Noticed an ancient lich
441969 | Zig:11   | Noticed an ancient lich
441970 | Zig:11   | Killed an ancient lich
441970 | Zig:11   | Killed an ancient lich
441970 | Zig:11   | Killed an ancient lich
441970 | Zig:11   | Killed an ancient lich
441970 | Zig:11   | Killed an ancient lich
441970 | Zig:11   | Killed an ancient lich
441972 | Zig:11   | Killed an ancient lich
441973 | Zig:11   | Noticed an ancient lich
441975 | Zig:11   | Noticed an ancient lich
441975 | Zig:11   | Noticed an ancient lich
441976 | Zig:11   | Noticed an ancient lich
441977 | Zig:11   | Noticed an ancient lich
441977 | Zig:11   | Killed an ancient lich
441978 | Zig:11   | Noticed an ancient lich
441978 | Zig:11   | Noticed an ancient lich
441978 | Zig:11   | Noticed an ancient lich
441980 | Zig:11   | Killed an ancient lich
441980 | Zig:11   | Killed an ancient lich
441980 | Zig:11   | Killed an ancient lich
441980 | Zig:11   | Killed an ancient lich
441980 | Zig:11   | Killed an ancient lich
441981 | Zig:11   | Killed an ancient lich
441983 | Zig:11   | Killed an ancient lich
442077 | Zig:12   | Entered Level 12 of a ziggurat
442077 | Zig:12   | Noticed a greater mummy
442077 | Zig:12   | Noticed a greater mummy
442077 | Zig:12   | Noticed a greater mummy
442077 | Zig:12   | Noticed a greater mummy
442077 | Zig:12   | Noticed a greater mummy
442077 | Zig:12   | Noticed a greater mummy
442077 | Zig:12   | Noticed a greater mummy
442079 | Zig:12   | Noticed a greater mummy
442079 | Zig:12   | Noticed a greater mummy
442081 | Zig:12   | Killed a greater mummy
442082 | Zig:12   | Killed a greater mummy
442082 | Zig:12   | Killed a greater mummy
442083 | Zig:12   | Noticed a greater mummy
442083 | Zig:12   | Killed a greater mummy
442083 | Zig:12   | Killed a greater mummy
442083 | Zig:12   | Killed a greater mummy
442084 | Zig:12   | Killed a greater mummy
442084 | Zig:12   | Killed a greater mummy
442085 | Zig:12   | Noticed a greater mummy
442085 | Zig:12   | Noticed a greater mummy
442086 | Zig:12   | Noticed a greater mummy
442087 | Zig:12   | Noticed a greater mummy
442087 | Zig:12   | Killed a greater mummy
442088 | Zig:12   | Noticed a greater mummy
442089 | Zig:12   | Noticed a greater mummy
442089 | Zig:12   | Killed a greater mummy
442089 | Zig:12   | Killed a greater mummy
442089 | Zig:12   | Killed a greater mummy
442089 | Zig:12   | Killed a greater mummy
442090 | Zig:12   | Noticed a greater mummy
442091 | Zig:12   | Killed a greater mummy
442094 | Zig:12   | Killed a greater mummy
442095 | Zig:12   | Killed a greater mummy
442097 | Zig:12   | Killed a greater mummy
442101 | Zig:12   | Identified Qeofur's Reference Book on Necromancy and Heat
442108 | Zig:12   | Got a slimy bronze ring
442110 | Zig:12   | Identified the ring of the Invisible Hand {rC+ rN+} (You found it on level 12 of a ziggurat)
442120 | Zig:12   | Got a faintly glowing steel ring
442121 | Zig:12   | Identified the ring "Xenepox" {rCorr +Fly rPois} (You found it on level 12 of a ziggurat)
442163 | Zig:13   | Entered Level 13 of a ziggurat
442213 | Zig:13   | Identified Amuniaj's Collected Works on Shifting Ignition
442290 | Zig:13   | Got a smoking copper ring
442292 | Zig:13   | Identified the ring "Rerais" {rF+ rN+ Str+3 Int-4 SInv} (You found it on level 13 of a ziggurat)
442345 | Zig:14   | Entered Level 14 of a ziggurat
442425 | Zig:14   | Got a crude platinum ring
442427 | Zig:14   | Identified the ring "Habreca" {Str+4 Dex+3} (You found it on level 14 of a ziggurat)
442442 | Zig:14   | Identified the Tome of Blistering Summoning
442448 | Zig:14   | Identified Fiadwic's Almanac of Cankerous Fire
442505 | Zig:14   | Identified the Catalogue of the Frigorific Voyage
442518 | Zig:15   | Entered Level 15 of a ziggurat
442624 | Zig:15   | Identified the cursed +0 broad axe of Itiuxu {drain, Stlth+} (You found it on level 15 of a ziggurat)
442746 | Zig:16   | Entered Level 16 of a ziggurat
442781 | Zig:16   | Identified the Almanac of Weightlessness and Conjuration
442797 | Zig:16   | Got a warped glass ring
442799 | Zig:16   | Identified the ring of the Oligarchy {rCorr *Slow +Fly MR++ SInv} (You found it on level 16 of a ziggurat)
442929 | Zig:17   | Entered Level 17 of a ziggurat
443037 | Zig:17   | Got a flickering bone ring
443039 | Zig:17   | Identified the ring "Okeepiutt" {rCorr *Slow rF+ rC+ SInv} (You found it on level 17 of a ziggurat)
443044 | Zig:17   | Got a vibrating copper ring
443045 | Zig:17   | Identified the ring "Citwuata" {MR+ Stlth+} (You found it on level 17 of a ziggurat)
443050 | Zig:17   | Identified the cursed +0 pair of gloves "Jucut" {Regen+} (You found it on level 17 of a ziggurat)
443054 | Zig:17   | Got a sparkling jade amulet
443055 | Zig:17   | Identified the amulet of the Omega Point {Gourm rC+ Int+4} (You found it on level 17 of a ziggurat)
443129 | Zig:17   | Identified the +7 large shield of the Circus Animal {rElec rC+ rCorr Int+3} (You took it off a daeva on level 17 of a ziggurat)
443132 | Zig:17   | Identified the +5 large shield "Gatyc" {SInv} (You took it off a daeva on level 17 of a ziggurat)
443137 | Zig:17   | Identified the +6 large shield of the Realm of Zot {rCorr Dex-5 Slay+5 Stlth+} (You took it off a daeva on level 17 of a ziggurat)
443140 | Zig:17   | Identified the cursed +0 large shield "Bobo" {rF+ rCorr Int+7 Slay-6} (You took it off a daeva on level 17 of a ziggurat)
443160 | Zig:17   | Identified the Collected Works on Vitriolic Attacks
443170 | Zig:18   | Entered Level 18 of a ziggurat
443371 | Zig:19   | Entered Level 19 of a ziggurat
443426 | Zig:19   | Got a smoking platinum ring
443428 | Zig:19   | Identified the ring "Cavi" {rC+ SInv} (You found it on level 19 of a ziggurat)
443466 | Zig:19   | Identified the +7 broad axe of Zin's Wrath {speed, SInv} (You found it on level 19 of a ziggurat)
443474 | Zig:19   | Got a steaming marble ring
443542 | Zig:20   | Entered Level 20 of a ziggurat
443652 | Zig:20   | Got an ancient turquoise ring
443654 | Zig:20   | Identified the ring "Itzac" {rPois rF- Int+3 Dex+8 Stlth+} (You found it on level 20 of a ziggurat)
443738 | Zig:20   | Identified the +1 helmet of Sin {rC- rN++} (You found it on level 20 of a ziggurat)
443749 | Zig:21   | Entered Level 21 of a ziggurat
443788 | Zig:21   | Got a fine granite ring
443790 | Zig:21   | Identified the ring of Hurefac {*Tele rPois Int+8 Dex-2} (You found it on level 21 of a ziggurat)
443799 | Zig:21   | Got a bound lead ring
443800 | Zig:21   | Identified the ring "Moept" {rElec AC+5 Int+10 Dex-5} (You found it on level 21 of a ziggurat)
443831 | Zig:21   | Got a slimy glass ring
443833 | Zig:21   | Identified the ring "Giciat" {*Tele rElec} (You found it on level 21 of a ziggurat)
443897 | Zig:21   | Identified the Grimoire of the Mind
444028 | Zig:21   | Got a clouded ivory ring
444029 | Zig:21   | Identified the ring of Undoing {rC++ rN+ Int-2 Dex+2} (You found it on level 21 of a ziggurat)
444034 | Zig:21   | Got a fine ruby amulet
444035 | Zig:21   | Identified the amulet of the Messenger {Harm *Drain Int+3 Dex-4 Stlth+} (You found it on level 21 of a ziggurat)
444045 | Zig:21   | Identified the cursed +0 helmet of Grace {rF+ rC+ Str-5 Dex+7} (You found it on level 21 of a ziggurat)
444075 | Zig:22   | Entered Level 22 of a ziggurat
444136 | Zig:22   | Got a coiled platinum ring
444138 | Zig:22   | Identified the ring of the Thirteen Planets {rElec rF- Str+8 Int+5 Dex-3} (You found it on level 22 of a ziggurat)
444140 | Zig:22   | Got a shimmering lapis lazuli ring
444142 | Zig:22   | Identified the ring of Ticlewaf {Fire MR+} (You found it on level 22 of a ziggurat)
444171 | Zig:22   | Got a flickering pewter amulet
444172 | Zig:22   | Identified the amulet of Ereet {+Blink +Rage rF+ rC- Int+3} (You found it on level 22 of a ziggurat)
444255 | Zig:22   | Identified the +4 broad axe "Lampebig" {drain, rC+ Str+3 Int+3} (You found it on level 22 of a ziggurat)
444263 | Zig:22   | Got a scintillating turquoise ring
444264 | Zig:22   | Identified the ring "Lisuumn" {rPois rF- Int+6} (You found it on level 22 of a ziggurat)
444272 | Zig:22   | Got a heavily runed lapis lazuli ring
444273 | Zig:22   | Identified the ring "Gub Rimi" {Int+6 Dex+4 Stlth+} (You found it on level 22 of a ziggurat)
444281 | Zig:22   | Got a brightly glowing emerald amulet
444282 | Zig:22   | Identified the amulet "Gosyal" {+Rage rPois Int+8} (You found it on level 22 of a ziggurat)
444316 | Zig:23   | Entered Level 23 of a ziggurat
444395 | Zig:23   | Got a transparent ivory amulet
444404 | Zig:23   | Got a brightly glowing granite ring
444406 | Zig:23   | Identified the ring "Sytot" {+Fly rElec MR+ Str+2} (You found it on level 23 of a ziggurat)
444409 | Zig:23   | Identified the Disquisition on Dislocation
444449 | Zig:23   | Got a twitching jade ring
444450 | Zig:23   | Identified the ring "Najynk" {Ice MR++ Dex+4} (You found it on level 23 of a ziggurat)
444660 | Zig:23   | Identified the +4 broad axe of Yredelemnul's Scorn {protect, *Slow rPois rC+ Int+7 Dex-3} (You found it on level 23 of a ziggurat)
444696 | Zig:24   | Entered Level 24 of a ziggurat
444737 | Zig:24   | Got a vibrating brass ring
444739 | Zig:24   | Identified the ring of Bawn {*Corrode rN+ MP+9 Slay+2 Stlth+} (You found it on level 24 of a ziggurat)
444743 | Zig:24   | Identified the +6 crystal plate armour of the Turtledove {MR+ Str+3} (You found it on level 24 of a ziggurat)
444747 | Zig:24   | Got a slimy gossamer ring
444748 | Zig:24   | Identified the ring "Xiper" {rCorr SInv} (You found it on level 24 of a ziggurat)
444812 | Zig:24   | Got a flickering tin ring
444813 | Zig:24   | Identified the ring "Nuacezxu" {Wiz rPois} (You found it on level 24 of a ziggurat)
444836 | Zig:24   | Got a wavering steel ring
444837 | Zig:24   | Identified the ring "Asohag" {Wiz rC+ Int+3} (You found it on level 24 of a ziggurat)
444920 | Zig:25   | Entered Level 25 of a ziggurat
444943 | Zig:25   | Paralysed by accursed screaming for 2 turns
445028 | Zig:25   | Killed a starcursed mass
445094 | Zig:25   | Got a slimy iron ring
445096 | Zig:25   | Identified the ring "Wag Poss" {rCorr rC+ Int+3 Slay+4} (You found it on level 25 of a ziggurat)
445212 | Zig:25   | Identified Qimeps's Grimoire of the Oath and Moulding
445221 | Zig:26   | Entered Level 26 of a ziggurat
445221 | Zig:26   | Noticed a juggernaut
445221 | Zig:26   | Noticed a juggernaut
445221 | Zig:26   | Noticed a juggernaut
445221 | Zig:26   | Noticed a juggernaut
445221 | Zig:26   | Noticed a juggernaut
445221 | Zig:26   | Noticed a juggernaut
445221 | Zig:26   | Noticed a juggernaut
445221 | Zig:26   | Noticed a juggernaut
445221 | Zig:26   | Noticed a juggernaut
445221 | Zig:26   | Noticed a juggernaut
445221 | Zig:26   | Noticed a juggernaut
445221 | Zig:26   | Noticed a juggernaut
445221 | Zig:26   | Noticed a juggernaut
445221 | Zig:26   | Noticed a juggernaut
445224 | Zig:26   | Noticed a juggernaut
445224 | Zig:26   | Noticed a juggernaut
445224 | Zig:26   | Noticed a juggernaut
445226 | Zig:26   | Noticed a juggernaut
445227 | Zig:26   | Killed a juggernaut
445227 | Zig:26   | Killed a juggernaut
445227 | Zig:26   | Killed a juggernaut
445227 | Zig:26   | Killed a juggernaut
445227 | Zig:26   | Killed a juggernaut
445227 | Zig:26   | Killed a juggernaut
445227 | Zig:26   | Killed a juggernaut
445227 | Zig:26   | Killed a juggernaut
445227 | Zig:26   | Killed a juggernaut
445227 | Zig:26   | Killed a juggernaut
445227 | Zig:26   | Killed a juggernaut
445227 | Zig:26   | Killed a juggernaut
445227 | Zig:26   | Killed a juggernaut
445227 | Zig:26   | Killed a juggernaut
445227 | Zig:26   | Killed a juggernaut
445227 | Zig:26   | Killed a juggernaut
445227 | Zig:26   | Killed a juggernaut
445228 | Zig:26   | Noticed a juggernaut
445228 | Zig:26   | Noticed a juggernaut
445228 | Zig:26   | Noticed a juggernaut
445228 | Zig:26   | Noticed a juggernaut
445228 | Zig:26   | Noticed a juggernaut
445229 | Zig:26   | Noticed a juggernaut
445229 | Zig:26   | Noticed a juggernaut
445229 | Zig:26   | Noticed a juggernaut
445231 | Zig:26   | Noticed a juggernaut
445231 | Zig:26   | Killed a juggernaut
445232 | Zig:26   | Noticed a juggernaut
445233 | Zig:26   | Noticed a juggernaut
445235 | Zig:26   | Noticed a juggernaut
445235 | Zig:26   | Noticed a juggernaut
445237 | Zig:26   | Killed a juggernaut
445237 | Zig:26   | Killed a juggernaut
445237 | Zig:26   | Killed a juggernaut
445237 | Zig:26   | Killed a juggernaut
445237 | Zig:26   | Killed a juggernaut
445237 | Zig:26   | Killed a juggernaut
445237 | Zig:26   | Killed a juggernaut
445237 | Zig:26   | Killed a juggernaut
445237 | Zig:26   | Killed a juggernaut
445237 | Zig:26   | Killed a juggernaut
445237 | Zig:26   | Killed a juggernaut
445237 | Zig:26   | Killed a juggernaut
445237 | Zig:26   | Killed a juggernaut
445238 | Zig:26   | Noticed a juggernaut
445238 | Zig:26   | Noticed a juggernaut
445238 | Zig:26   | Noticed a juggernaut
445238 | Zig:26   | Noticed a juggernaut
445238 | Zig:26   | Noticed a juggernaut
445238 | Zig:26   | Noticed a juggernaut
445238 | Zig:26   | Noticed a juggernaut
445239 | Zig:26   | Noticed a juggernaut
445239 | Zig:26   | Noticed a juggernaut
445239 | Zig:26   | Noticed a juggernaut
445239 | Zig:26   | Noticed a juggernaut
445239 | Zig:26   | Noticed a juggernaut
445239 | Zig:26   | Noticed a juggernaut
445241 | Zig:26   | Noticed a juggernaut
445241 | Zig:26   | Noticed a juggernaut
445242 | Zig:26   | Noticed a juggernaut
445244 | Zig:26   | Noticed a juggernaut
445244 | Zig:26   | Killed a juggernaut
445244 | Zig:26   | Killed a juggernaut
445244 | Zig:26   | Killed a juggernaut
445244 | Zig:26   | Killed a juggernaut
445244 | Zig:26   | Killed a juggernaut
445244 | Zig:26   | Killed a juggernaut
445244 | Zig:26   | Killed a juggernaut
445244 | Zig:26   | Killed a juggernaut
445244 | Zig:26   | Killed a juggernaut
445244 | Zig:26   | Killed a juggernaut
445244 | Zig:26   | Killed a juggernaut
445244 | Zig:26   | Killed a juggernaut
445244 | Zig:26   | Killed a juggernaut
445244 | Zig:26   | Killed a juggernaut
445244 | Zig:26   | Killed a juggernaut
445244 | Zig:26   | Killed a juggernaut
445245 | Zig:26   | Noticed a juggernaut
445245 | Zig:26   | Noticed a juggernaut
445246 | Zig:26   | Noticed a juggernaut
445246 | Zig:26   | Noticed a juggernaut
445246 | Zig:26   | Noticed a juggernaut
445246 | Zig:26   | Noticed a juggernaut
445246 | Zig:26   | Noticed a juggernaut
445246 | Zig:26   | Noticed a juggernaut
445246 | Zig:26   | Noticed a juggernaut
445247 | Zig:26   | Noticed a juggernaut
445247 | Zig:26   | Noticed a juggernaut
445247 | Zig:26   | Noticed a juggernaut
445247 | Zig:26   | Noticed a juggernaut
445247 | Zig:26   | Noticed a juggernaut
445247 | Zig:26   | Noticed a juggernaut
445249 | Zig:26   | Noticed a juggernaut
445249 | Zig:26   | Noticed a juggernaut
445250 | Zig:26   | Noticed a juggernaut
445254 | Zig:26   | Noticed a juggernaut
445254 | Zig:26   | Noticed a juggernaut
445255 | Zig:26   | Killed a juggernaut
445255 | Zig:26   | Killed a juggernaut
445255 | Zig:26   | Killed a juggernaut
445255 | Zig:26   | Killed a juggernaut
445255 | Zig:26   | Killed a juggernaut
445255 | Zig:26   | Killed a juggernaut
445255 | Zig:26   | Killed a juggernaut
445255 | Zig:26   | Killed a juggernaut
445255 | Zig:26   | Killed a juggernaut
445255 | Zig:26   | Killed a juggernaut
445255 | Zig:26   | Killed a juggernaut
445255 | Zig:26   | Killed a juggernaut
445255 | Zig:26   | Killed a juggernaut
445255 | Zig:26   | Killed a juggernaut
445256 | Zig:26   | Noticed a juggernaut
445256 | Zig:26   | Noticed a juggernaut
445256 | Zig:26   | Noticed a juggernaut
445256 | Zig:26   | Noticed a juggernaut
445257 | Zig:26   | Noticed a juggernaut
445257 | Zig:26   | Noticed a juggernaut
445257 | Zig:26   | Noticed a juggernaut
445257 | Zig:26   | Noticed a juggernaut
445257 | Zig:26   | Noticed a juggernaut
445257 | Zig:26   | Noticed a juggernaut
445257 | Zig:26   | Noticed a juggernaut
445258 | Zig:26   | Noticed a juggernaut
445258 | Zig:26   | Noticed a juggernaut
445258 | Zig:26   | Killed a juggernaut
445260 | Zig:26   | Noticed a juggernaut
445262 | Zig:26   | Noticed a juggernaut
445263 | Zig:26   | Noticed a juggernaut
445263 | Zig:26   | Killed a juggernaut
445263 | Zig:26   | Killed a juggernaut
445263 | Zig:26   | Killed a juggernaut
445263 | Zig:26   | Killed a juggernaut
445263 | Zig:26   | Killed a juggernaut
445263 | Zig:26   | Killed a juggernaut
445263 | Zig:26   | Killed a juggernaut
445263 | Zig:26   | Killed a juggernaut
445263 | Zig:26   | Killed a juggernaut
445263 | Zig:26   | Killed a juggernaut
445263 | Zig:26   | Killed a juggernaut
445263 | Zig:26   | Killed a juggernaut
445263 | Zig:26   | Killed a juggernaut
445263 | Zig:26   | Killed a juggernaut
445263 | Zig:26   | Killed a juggernaut
445263 | Zig:26   | Killed a juggernaut
445263 | Zig:26   | Killed a juggernaut
445263 | Zig:26   | Killed a juggernaut
445263 | Zig:26   | Killed a juggernaut
445264 | Zig:26   | Noticed a juggernaut
445264 | Zig:26   | Noticed a juggernaut
445266 | Zig:26   | Noticed a juggernaut
445269 | Zig:26   | Killed a juggernaut
445269 | Zig:26   | Killed a juggernaut
445269 | Zig:26   | Killed a juggernaut
445269 | Zig:26   | Killed a juggernaut
445270 | Zig:26   | Noticed a juggernaut
445270 | Zig:26   | Noticed a juggernaut
445278 | Zig:26   | Noticed a juggernaut
445280 | Zig:26   | Killed a juggernaut
445280 | Zig:26   | Killed a juggernaut
445280 | Zig:26   | Killed a juggernaut
445282 | Zig:26   | Noticed a juggernaut
445289 | Zig:26   | Killed a juggernaut
445289 | Zig:26   | Killed a juggernaut
445289 | Zig:26   | Killed a juggernaut
445313 | Zig:26   | Got a flickering iron ring
445315 | Zig:26   | Identified the ring "Naum" {rN+ Dex+7 SInv} (You found it on level 26 of a ziggurat)
445506 | Zig:26   | Got a clouded tin ring
445507 | Zig:26   | Identified the ring of the Sky {Wiz rElec SInv} (You found it on level 26 of a ziggurat)
445558 | Zig:27   | Entered Level 27 of a ziggurat
445827 | Zig:27   | Got a faintly glowing brass ring
445829 | Zig:27   | Identified the ring of Faihopn {rPois rC- Dex+3 Slay+6 Stlth-} (You found it on level 27 of a ziggurat)
445837 | Zig:27   | Got a brightly glowing lead amulet
445838 | Zig:27   | Identified the amulet "Buiras" {Spirit rPois} (You found it on level 27 of a ziggurat)
445849 | Zig:27   | Got a smoking platinum ring
445850 | Zig:27   | Identified the ring of Iloche {Ice *Contam rElec rPois Int+3} (You found it on level 27 of a ziggurat)
445854 | Zig:27   | Got a bound ivory amulet
445855 | Zig:27   | Identified the amulet of the Tired Suns {Reflect +Blink Int-2 SH+6 Stlth+} (You found it on level 27 of a ziggurat)
445857 | Zig:27   | Identified Spellcasting, Part Six
445861 | Zig:27   | Got a twitching zirconium amulet
445862 | Zig:27   | Identified the amulet of Peomana {Regen+ Dex+4} (You found it on level 27 of a ziggurat)
445867 | Zig:27   | Identified Weijusa's Tome of Air
445877 | Zig:27   | Got a pair of brightly glowing boots
445878 | Zig:27   | Identified the +3 pair of boots of Indecent Exposure {rN+} (You acquired it on level 27 of a ziggurat)
445922 | Depths:1 | Identified the ring "Ymealeaw" {*Tele *Slow rC+ Str+6 Dex+4} (You found it on level 19 of a ziggurat)
445923 | Depths:1 | Identified the amulet "Nysun" {RegenMP *Contam +Blink rN+} (You found it on level 23 of a ziggurat)
446084 | Zig:1    | Entered Level 1 of a ziggurat
446084 | Zig:1    | Noticed an ancient lich
446084 | Zig:1    | Noticed an ancient lich
446084 | Zig:1    | Noticed an ancient lich
446084 | Zig:1    | Noticed an ancient lich
446084 | Zig:1    | Noticed an ancient lich
446084 | Zig:1    | Noticed an ancient lich
446084 | Zig:1    | Noticed an ancient lich
446085 | Zig:1    | Killed an ancient lich
446086 | Zig:1    | Killed an ancient lich
446086 | Zig:1    | Killed an ancient lich
446086 | Zig:1    | Killed an ancient lich
446086 | Zig:1    | Killed an ancient lich
446086 | Zig:1    | Killed an ancient lich
446088 | Zig:1    | Killed an ancient lich
446133 | Zig:2    | Entered Level 2 of a ziggurat
446358 | Zig:3    | Entered Level 3 of a ziggurat
446395 | Zig:3    | Got a slimy jade ring
446397 | Zig:3    | Identified the ring "Ihekliq" {rElec MR++ AC+3} (You found it on level 3 of a ziggurat)
446460 | Zig:4    | Entered Level 4 of a ziggurat
446475 | Zig:4    | Noticed Gisag the pandemonium lord
446482 | Zig:4    | Killed Gisag the pandemonium lord
446547 | Zig:5    | Entered Level 5 of a ziggurat
446670 | Zig:6    | Entered Level 6 of a ziggurat
446702 | Zig:6    | Got a bound ivory ring
446704 | Zig:6    | Identified the ring "Pocu Irph" {+Fly MR+ Str-4 Int+4 Dex+9} (You found it on level 6 of a ziggurat)
446758 | Zig:7    | Entered Level 7 of a ziggurat
446758 | Zig:7    | Noticed a juggernaut
446758 | Zig:7    | Noticed a juggernaut
446758 | Zig:7    | Noticed a juggernaut
446758 | Zig:7    | Noticed a juggernaut
446758 | Zig:7    | Noticed a juggernaut
446758 | Zig:7    | Noticed a juggernaut
446758 | Zig:7    | Noticed a juggernaut
446763 | Zig:7    | Killed a juggernaut
446763 | Zig:7    | Killed a juggernaut
446763 | Zig:7    | Killed a juggernaut
446763 | Zig:7    | Killed a juggernaut
446763 | Zig:7    | Killed a juggernaut
446763 | Zig:7    | Killed a juggernaut
446764 | Zig:7    | Noticed a juggernaut
446765 | Zig:7    | Noticed a juggernaut
446765 | Zig:7    | Noticed a juggernaut
446765 | Zig:7    | Noticed a juggernaut
446765 | Zig:7    | Noticed a juggernaut
446765 | Zig:7    | Noticed a juggernaut
446765 | Zig:7    | Noticed a juggernaut
446766 | Zig:7    | Noticed a juggernaut
446768 | Zig:7    | Noticed a juggernaut
446768 | Zig:7    | Noticed a juggernaut
446769 | Zig:7    | Noticed a juggernaut
446770 | Zig:7    | Noticed a juggernaut
446771 | Zig:7    | Killed a juggernaut
446771 | Zig:7    | Killed a juggernaut
446771 | Zig:7    | Killed a juggernaut
446771 | Zig:7    | Killed a juggernaut
446771 | Zig:7    | Killed a juggernaut
446771 | Zig:7    | Killed a juggernaut
446771 | Zig:7    | Killed a juggernaut
446772 | Zig:7    | Noticed a juggernaut
446772 | Zig:7    | Noticed a juggernaut
446772 | Zig:7    | Noticed a juggernaut
446779 | Zig:7    | Killed a juggernaut
446781 | Zig:7    | Noticed a juggernaut
446781 | Zig:7    | Killed a juggernaut
446783 | Zig:7    | Killed a juggernaut
446783 | Zig:7    | Killed a juggernaut
446783 | Zig:7    | Killed a juggernaut
446783 | Zig:7    | Killed a juggernaut
446783 | Zig:7    | Killed a juggernaut
446783 | Zig:7    | Killed a juggernaut
446783 | Zig:7    | Killed a juggernaut
446783 | Zig:7    | Killed a juggernaut
446806 | Zig:7    | Got a brightly glowing pewter ring
446808 | Zig:7    | Identified the ring of Gozag's Castigation {+Fly rN+ Slay+5} (You found it on level 7 of a ziggurat)
446814 | Zig:7    | Got a coiled bone ring
446815 | Zig:7    | Identified the ring of Ywaek {rC- Int+5 Stlth+} (You found it on level 7 of a ziggurat)
446930 | Zig:8    | Entered Level 8 of a ziggurat
446963 | Zig:8    | Got a scintillating lead ring
446965 | Zig:8    | Identified the ring "Ynycaogg" {Fire *Slow Int+2 Slay+5} (You found it on level 8 of a ziggurat)
447034 | Zig:8    | Got a warped emerald amulet
447035 | Zig:8    | Identified the amulet of Xom's Ringing Laughter {Gourm Dex+4 SInv} (You found it on level 8 of a ziggurat)
447038 | Zig:8    | Got a pitted glass ring
447039 | Zig:8    | Identified the ring "Geusosie" {rCorr Str+3} (You found it on level 8 of a ziggurat)
447081 | Zig:8    | Identified the +4 broad axe of Bile {venom, rF- rC++} (You found it on level 8 of a ziggurat)
447086 | Zig:8    | Identified the quicksilver dragon scales "Zonke" {rC+ MR+ Int+3} (You found it on level 8 of a ziggurat)
447113 | Zig:9    | Entered Level 9 of a ziggurat
447113 | Zig:9    | Noticed a juggernaut
447113 | Zig:9    | Noticed a juggernaut
447113 | Zig:9    | Noticed a juggernaut
447113 | Zig:9    | Noticed a juggernaut
447113 | Zig:9    | Noticed a juggernaut
447113 | Zig:9    | Noticed a juggernaut
447113 | Zig:9    | Noticed a juggernaut
447116 | Zig:9    | Noticed a juggernaut
447119 | Zig:9    | Killed a juggernaut
447119 | Zig:9    | Killed a juggernaut
447119 | Zig:9    | Killed a juggernaut
447119 | Zig:9    | Killed a juggernaut
447119 | Zig:9    | Killed a juggernaut
447119 | Zig:9    | Killed a juggernaut
447119 | Zig:9    | Killed a juggernaut
447119 | Zig:9    | Killed a juggernaut
447120 | Zig:9    | Noticed a juggernaut
447120 | Zig:9    | Noticed a juggernaut
447121 | Zig:9    | Noticed a juggernaut
447121 | Zig:9    | Noticed a juggernaut
447121 | Zig:9    | Noticed a juggernaut
447121 | Zig:9    | Noticed a juggernaut
447122 | Zig:9    | Noticed a juggernaut
447126 | Zig:9    | Noticed a juggernaut
447129 | Zig:9    | Noticed a juggernaut
447131 | Zig:9    | Noticed a juggernaut
447131 | Zig:9    | Killed a juggernaut
447131 | Zig:9    | Killed a juggernaut
447131 | Zig:9    | Killed a juggernaut
447131 | Zig:9    | Killed a juggernaut
447131 | Zig:9    | Killed a juggernaut
447131 | Zig:9    | Killed a juggernaut
447131 | Zig:9    | Killed a juggernaut
447131 | Zig:9    | Killed a juggernaut
447131 | Zig:9    | Killed a juggernaut
447132 | Zig:9    | Noticed a juggernaut
447133 | Zig:9    | Noticed a juggernaut
447133 | Zig:9    | Noticed a juggernaut
447134 | Zig:9    | Noticed a juggernaut
447136 | Zig:9    | Noticed a juggernaut
447139 | Zig:9    | Killed a juggernaut
447144 | Zig:9    | Killed a juggernaut
447144 | Zig:9    | Killed a juggernaut
447144 | Zig:9    | Killed a juggernaut
447144 | Zig:9    | Killed a juggernaut
447144 | Zig:9    | Killed a juggernaut
447291 | Zig:9    | Identified the +1 pair of boots of Valour {rC+ Stlth+} (You found it on level 9 of a ziggurat)
447318 | Zig:10   | Entered Level 10 of a ziggurat
447375 | Zig:10   | Killed a starcursed mass
447375 | Zig:10   | Killed a starcursed mass
447461 | Zig:11   | Entered Level 11 of a ziggurat
447570 | Zig:11   | Identified the +1 cloak of Kantatak {Str+6 Slay+3} (You found it on level 11 of a ziggurat)
447578 | Zig:11   | Got a scorched pewter ring
447580 | Zig:11   | Identified the cursed ring of the Hart {rC++ EV-4 Int+3 Stlth+} (You found it on level 11 of a ziggurat)
447681 | Zig:12   | Entered Level 12 of a ziggurat
447820 | Zig:12   | Got a vibrating lapis lazuli ring
447822 | Zig:12   | Identified the ring of Daxiul {Fire rElec rN++ MR+++ Int-2} (You found it on level 12 of a ziggurat)
447890 | Zig:13   | Entered Level 13 of a ziggurat
447945 | Zig:13   | Got a slimy lead amulet
447946 | Zig:13   | Identified the amulet "Tatueres" {Spirit rN+ Dex+4} (You found it on level 13 of a ziggurat)
447950 | Zig:13   | Got a pitted ruby amulet
447951 | Zig:13   | Identified the amulet of Nemelex Xobeh's Regard {Gourm Int+4 Dex+3} (You found it on level 13 of a ziggurat)
447956 | Zig:13   | Identified the cursed -3 cloak of the Will of the Gods {Regen+ Str+2} (You found it on level 13 of a ziggurat)
448060 | Zig:13   | Got a scorched steel ring
448063 | Zig:13   | Identified the ring "Siaq" {Fire MP+9 Dex+6 Stlth-} (You found it on level 13 of a ziggurat)
448115 | Zig:14   | Entered Level 14 of a ziggurat
448275 | Zig:14   | Got a steaming granite ring
448277 | Zig:14   | Identified the ring "Puiwkumm" {rElec Int+3} (You found it on level 14 of a ziggurat)
448284 | Zig:14   | Got a coiled iron ring
448285 | Zig:14   | Identified the ring "Putag" {rC+ Int+3 Dex-5 Stlth+} (You found it on level 14 of a ziggurat)
448289 | Zig:14   | Got a glittering turquoise ring
448290 | Zig:14   | Identified the ring of Taev {Fire rElec Dex+2 Slay+3} (You found it on level 14 of a ziggurat)
448297 | Zig:14   | Got a faintly glowing turquoise ring
448298 | Zig:14   | Identified the ring of Equilibrium {rF+ Str+4 Int+3} (You found it on level 14 of a ziggurat)
448377 | Zig:15   | Entered Level 15 of a ziggurat
448439 | Zig:15   | Paralysed by a floating eye for 4 turns
448489 | Zig:15   | Got a vibrating golden ring
448491 | Zig:15   | Identified the ring of Atyur {MR+ SInv} (You found it on level 15 of a ziggurat)
448530 | Zig:16   | Entered Level 16 of a ziggurat
448749 | Zig:16   | Got a transparent silver ring
448751 | Zig:16   | Identified the ring "Xehyehup" {rPois MP+9 Str-3 Int+8 Dex-5} (You found it on level 16 of a ziggurat)
448761 | Zig:16   | Got a transparent golden amulet
448762 | Zig:16   | Identified the amulet "Tullax" {Reflect Str+2 SH+5} (You found it on level 16 of a ziggurat)
448832 | Zig:17   | Entered Level 17 of a ziggurat
448961 | Zig:17   | Identified the Disquisition on Earthen Contamination
449190 | Zig:17   | Identified the cursed +0 pair of gloves of the Saviour {rPois Int+3} (You found it on level 17 of a ziggurat)
449195 | Zig:17   | Identified the +5 broad axe "Bekumno" {chop, rC+} (You found it on level 17 of a ziggurat)
449226 | Zig:18   | Entered Level 18 of a ziggurat
449435 | Zig:18   | Got a warped wooden ring
449437 | Zig:18   | Identified the ring of Puzoh {rCorr +Blink +Fly Str+6 Int-3} (You found it on level 18 of a ziggurat)
449479 | Zig:18   | Got a steaming ruby amulet
449480 | Zig:18   | Identified the amulet of Contentment {Reflect rElec Int+4 SH+2} (You found it on level 18 of a ziggurat)
449500 | Zig:18   | Got a fine brass ring
449501 | Zig:18   | Identified the ring "Isel" {rC+ MR+ Stlth+} (You found it on level 18 of a ziggurat)
449546 | Zig:18   | Identified the +1 cloak "Kurhum" {*Drain Str+3 Int+9} (You found it on level 18 of a ziggurat)
449574 | Zig:19   | Entered Level 19 of a ziggurat
449574 | Zig:19   | Noticed a greater mummy
449574 | Zig:19   | Noticed a greater mummy
449574 | Zig:19   | Noticed a greater mummy
449574 | Zig:19   | Noticed a greater mummy
449574 | Zig:19   | Noticed a greater mummy
449574 | Zig:19   | Noticed a greater mummy
449574 | Zig:19   | Noticed a greater mummy
449574 | Zig:19   | Noticed a greater mummy
449574 | Zig:19   | Noticed a greater mummy
449574 | Zig:19   | Noticed a greater mummy
449574 | Zig:19   | Noticed a greater mummy
449574 | Zig:19   | Noticed a greater mummy
449574 | Zig:19   | Noticed a greater mummy
449576 | Zig:19   | Killed a greater mummy
449576 | Zig:19   | Killed a greater mummy
449576 | Zig:19   | Killed a greater mummy
449576 | Zig:19   | Killed a greater mummy
449576 | Zig:19   | Killed a greater mummy
449576 | Zig:19   | Killed a greater mummy
449576 | Zig:19   | Killed a greater mummy
449576 | Zig:19   | Killed a greater mummy
449576 | Zig:19   | Killed a greater mummy
449576 | Zig:19   | Killed a greater mummy
449577 | Zig:19   | Noticed a greater mummy
449577 | Zig:19   | Noticed a greater mummy
449578 | Zig:19   | Noticed a greater mummy
449578 | Zig:19   | Killed a greater mummy
449579 | Zig:19   | Noticed a greater mummy
449579 | Zig:19   | Killed a greater mummy
449579 | Zig:19   | Killed a greater mummy
449580 | Zig:19   | Noticed a greater mummy
449580 | Zig:19   | Noticed a greater mummy
449580 | Zig:19   | Killed a greater mummy
449580 | Zig:19   | Killed a greater mummy
449581 | Zig:19   | Noticed a greater mummy
449581 | Zig:19   | Noticed a greater mummy
449581 | Zig:19   | Noticed a greater mummy
449582 | Zig:19   | Noticed a greater mummy
449583 | Zig:19   | Killed a greater mummy
449584 | Zig:19   | Noticed a greater mummy
449584 | Zig:19   | Noticed a greater mummy
449584 | Zig:19   | Killed a greater mummy
449585 | Zig:19   | Noticed a greater mummy
449585 | Zig:19   | Killed a greater mummy
449585 | Zig:19   | Killed a greater mummy
449585 | Zig:19   | Killed a greater mummy
449585 | Zig:19   | Killed a greater mummy
449586 | Zig:19   | Noticed a greater mummy
449586 | Zig:19   | Noticed a greater mummy
449586 | Zig:19   | Killed a greater mummy
449587 | Zig:19   | Noticed a greater mummy
449587 | Zig:19   | Noticed a greater mummy
449587 | Zig:19   | Noticed a greater mummy
449587 | Zig:19   | Noticed a greater mummy
449587 | Zig:19   | Killed a greater mummy
449587 | Zig:19   | Killed a greater mummy
449588 | Zig:19   | Noticed a greater mummy
449589 | Zig:19   | Noticed a greater mummy
449589 | Zig:19   | Noticed a greater mummy
449589 | Zig:19   | Noticed a greater mummy
449589 | Zig:19   | Noticed a greater mummy
449589 | Zig:19   | Noticed a greater mummy
449590 | Zig:19   | Noticed a greater mummy
449590 | Zig:19   | Noticed a greater mummy
449591 | Zig:19   | Noticed a greater mummy
449591 | Zig:19   | Killed a greater mummy
449591 | Zig:19   | Killed a greater mummy
449591 | Zig:19   | Killed a greater mummy
449591 | Zig:19   | Killed a greater mummy
449591 | Zig:19   | Killed a greater mummy
449591 | Zig:19   | Killed a greater mummy
449591 | Zig:19   | Noticed a greater mummy
449591 | Zig:19   | Noticed a greater mummy
449591 | Zig:19   | Noticed a greater mummy
449592 | Zig:19   | Noticed a greater mummy
449592 | Zig:19   | Noticed a greater mummy
449592 | Zig:19   | Noticed a greater mummy
449592 | Zig:19   | Killed a greater mummy
449592 | Zig:19   | Killed a greater mummy
449592 | Zig:19   | Killed a greater mummy
449592 | Zig:19   | Killed a greater mummy
449592 | Zig:19   | Killed a greater mummy
449592 | Zig:19   | Killed a greater mummy
449592 | Zig:19   | Killed a greater mummy
449592 | Zig:19   | Killed a greater mummy
449592 | Zig:19   | Noticed a greater mummy
449592 | Zig:19   | Noticed a greater mummy
449592 | Zig:19   | Noticed a greater mummy
449592 | Zig:19   | Noticed a greater mummy
449593 | Zig:19   | Noticed a greater mummy
449593 | Zig:19   | Noticed a greater mummy
449593 | Zig:19   | Noticed a greater mummy
449594 | Zig:19   | Noticed a greater mummy
449594 | Zig:19   | Noticed a greater mummy
449594 | Zig:19   | Noticed a greater mummy
449594 | Zig:19   | Killed a greater mummy
449594 | Zig:19   | Killed a greater mummy
449594 | Zig:19   | Killed a greater mummy
449595 | Zig:19   | Killed a greater mummy
449595 | Zig:19   | Killed a greater mummy
449595 | Zig:19   | Killed a greater mummy
449595 | Zig:19   | Killed a greater mummy
449595 | Zig:19   | Killed a greater mummy
449596 | Zig:19   | Killed a greater mummy
449596 | Zig:19   | Killed a greater mummy
449597 | Zig:19   | Noticed a greater mummy
449597 | Zig:19   | Noticed a greater mummy
449597 | Zig:19   | Noticed a greater mummy
449597 | Zig:19   | Noticed a greater mummy
449598 | Zig:19   | Noticed a greater mummy
449598 | Zig:19   | Killed a greater mummy
449598 | Zig:19   | Killed a greater mummy
449599 | Zig:19   | Noticed a greater mummy
449600 | Zig:19   | Noticed a greater mummy
449600 | Zig:19   | Noticed a greater mummy
449600 | Zig:19   | Noticed a greater mummy
449600 | Zig:19   | Noticed a greater mummy
449600 | Zig:19   | Killed a greater mummy
449600 | Zig:19   | Killed a greater mummy
449600 | Zig:19   | Killed a greater mummy
449600 | Zig:19   | Killed a greater mummy
449600 | Zig:19   | Killed a greater mummy
449600 | Zig:19   | Killed a greater mummy
449600 | Zig:19   | Killed a greater mummy
449600 | Zig:19   | Killed a greater mummy
449600 | Zig:19   | Noticed a greater mummy
449601 | Zig:19   | Noticed a greater mummy
449601 | Zig:19   | Killed a greater mummy
449601 | Zig:19   | Killed a greater mummy
449602 | Zig:19   | Noticed a greater mummy
449602 | Zig:19   | Killed a greater mummy
449603 | Zig:19   | Noticed a greater mummy
449603 | Zig:19   | Killed a greater mummy
449603 | Zig:19   | Killed a greater mummy
449603 | Zig:19   | Killed a greater mummy
449604 | Zig:19   | Noticed a greater mummy
449604 | Zig:19   | Noticed a greater mummy
449604 | Zig:19   | Killed a greater mummy
449604 | Zig:19   | Killed a greater mummy
449606 | Zig:19   | Killed a greater mummy
449606 | Zig:19   | Killed a greater mummy
449606 | Zig:19   | Killed a greater mummy
449607 | Zig:19   | Killed a greater mummy
449608 | Zig:19   | Noticed a greater mummy
449608 | Zig:19   | Noticed a greater mummy
449608 | Zig:19   | Noticed a greater mummy
449608 | Zig:19   | Killed a greater mummy
449608 | Zig:19   | Killed a greater mummy
449609 | Zig:19   | Killed a greater mummy
449610 | Zig:19   | Noticed a greater mummy
449610 | Zig:19   | Noticed a greater mummy
449610 | Zig:19   | Noticed a greater mummy
449610 | Zig:19   | Noticed a greater mummy
449610 | Zig:19   | Noticed a greater mummy
449610 | Zig:19   | Killed a greater mummy
449611 | Zig:19   | Noticed a greater mummy
449611 | Zig:19   | Noticed a greater mummy
449611 | Zig:19   | Noticed a greater mummy
449611 | Zig:19   | Noticed a greater mummy
449613 | Zig:19   | Killed a greater mummy
449613 | Zig:19   | Killed a greater mummy
449613 | Zig:19   | Killed a greater mummy
449615 | Zig:19   | Killed a greater mummy
449615 | Zig:19   | Killed a greater mummy
449615 | Zig:19   | Killed a greater mummy
449615 | Zig:19   | Killed a greater mummy
449615 | Zig:19   | Killed a greater mummy
449615 | Zig:19   | Killed a greater mummy
449616 | Zig:19   | Killed a greater mummy
449617 | Zig:19   | Killed a greater mummy
449619 | Zig:19   | Noticed a greater mummy
449625 | Zig:19   | Killed a greater mummy
449637 | Zig:19   | Got a fine pewter amulet
449638 | Zig:19   | Identified the amulet "Sugulun" {Spirit +Inv rElec} (You found it on level 19 of a ziggurat)
449645 | Zig:19   | Got a twitching lapis lazuli ring
449647 | Zig:19   | Identified the ring "Maucuta" {rPois MR+ Int+2} (You found it on level 19 of a ziggurat)
449656 | Zig:19   | Got a flickering silver ring
449657 | Zig:19   | Identified the ring of Free Expression {rF- Str+2 Int+2 SInv} (You found it on level 19 of a ziggurat)
449662 | Zig:19   | Identified the cursed +0 cloak of the Yeti {*Corrode Str+3} (You found it on level 19 of a ziggurat)
449666 | Zig:19   | Got a pitted ivory ring
449667 | Zig:19   | Identified the ring of the Countless Deaths {Int+4 Dex+5 Stlth+} (You found it on level 19 of a ziggurat)
449703 | Zig:19   | Identified Lee's Handbook of Ashen Attacks
449758 | Zig:19   | Identified the Reference Book on Good Luck
449775 | Zig:20   | Entered Level 20 of a ziggurat
449775 | Zig:20   | Noticed an ancient lich
449775 | Zig:20   | Noticed an ancient lich
449775 | Zig:20   | Noticed an ancient lich
449775 | Zig:20   | Noticed an ancient lich
449775 | Zig:20   | Noticed an ancient lich
449775 | Zig:20   | Noticed an ancient lich
449775 | Zig:20   | Noticed an ancient lich
449775 | Zig:20   | Noticed an ancient lich
449775 | Zig:20   | Noticed an ancient lich
449776 | Zig:20   | Killed an ancient lich
449776 | Zig:20   | Killed an ancient lich
449776 | Zig:20   | Killed an ancient lich
449776 | Zig:20   | Killed an ancient lich
449777 | Zig:20   | Noticed an ancient lich
449777 | Zig:20   | Noticed an ancient lich
449777 | Zig:20   | Killed an ancient lich
449777 | Zig:20   | Killed an ancient lich
449777 | Zig:20   | Killed an ancient lich
449777 | Zig:20   | Killed an ancient lich
449777 | Zig:20   | Killed an ancient lich
449777 | Zig:20   | Killed an ancient lich
449778 | Zig:20   | Noticed an ancient lich
449778 | Zig:20   | Noticed an ancient lich
449778 | Zig:20   | Noticed an ancient lich
449779 | Zig:20   | Noticed an ancient lich
449780 | Zig:20   | Noticed an ancient lich
449780 | Zig:20   | Noticed an ancient lich
449781 | Zig:20   | Noticed an ancient lich
449781 | Zig:20   | Killed an ancient lich
449782 | Zig:20   | Noticed an ancient lich
449782 | Zig:20   | Noticed an ancient lich
449782 | Zig:20   | Noticed an ancient lich
449783 | Zig:20   | Noticed an ancient lich
449783 | Zig:20   | Noticed an ancient lich
449784 | Zig:20   | Noticed an ancient lich
449784 | Zig:20   | Noticed an ancient lich
449784 | Zig:20   | Noticed an ancient lich
449784 | Zig:20   | Noticed an ancient lich
449785 | Zig:20   | Noticed an ancient lich
449786 | Zig:20   | Noticed an ancient lich
449786 | Zig:20   | Noticed an ancient lich
449786 | Zig:20   | Killed an ancient lich
449786 | Zig:20   | Killed an ancient lich
449786 | Zig:20   | Killed an ancient lich
449786 | Zig:20   | Killed an ancient lich
449786 | Zig:20   | Killed an ancient lich
449786 | Zig:20   | Killed an ancient lich
449786 | Zig:20   | Killed an ancient lich
449786 | Zig:20   | Killed an ancient lich
449786 | Zig:20   | Killed an ancient lich
449786 | Zig:20   | Killed an ancient lich
449786 | Zig:20   | Killed an ancient lich
449786 | Zig:20   | Killed an ancient lich
449786 | Zig:20   | Killed an ancient lich
449786 | Zig:20   | Killed an ancient lich
449786 | Zig:20   | Killed an ancient lich
449786 | Zig:20   | Killed an ancient lich
449787 | Zig:20   | Killed an ancient lich
449787 | Zig:20   | Killed an ancient lich
449787 | Zig:20   | Killed an ancient lich
449788 | Zig:20   | Noticed an ancient lich
449788 | Zig:20   | Noticed an ancient lich
449789 | Zig:20   | Noticed an ancient lich
449789 | Zig:20   | Noticed an ancient lich
449789 | Zig:20   | Noticed an ancient lich
449789 | Zig:20   | Noticed an ancient lich
449791 | Zig:20   | Noticed an ancient lich
449792 | Zig:20   | Noticed an ancient lich
449792 | Zig:20   | Noticed an ancient lich
449792 | Zig:20   | Noticed an ancient lich
449792 | Zig:20   | Killed an ancient lich
449793 | Zig:20   | Noticed an ancient lich
449793 | Zig:20   | Noticed an ancient lich
449793 | Zig:20   | Noticed an ancient lich
449793 | Zig:20   | Noticed an ancient lich
449794 | Zig:20   | Noticed an ancient lich
449794 | Zig:20   | Noticed an ancient lich
449794 | Zig:20   | Noticed an ancient lich
449796 | Zig:20   | Noticed an ancient lich
449796 | Zig:20   | Noticed an ancient lich
449797 | Zig:20   | Noticed an ancient lich
449797 | Zig:20   | Killed an ancient lich
449797 | Zig:20   | Killed an ancient lich
449797 | Zig:20   | Killed an ancient lich
449797 | Zig:20   | Killed an ancient lich
449797 | Zig:20   | Killed an ancient lich
449797 | Zig:20   | Killed an ancient lich
449797 | Zig:20   | Killed an ancient lich
449797 | Zig:20   | Killed an ancient lich
449797 | Zig:20   | Killed an ancient lich
449797 | Zig:20   | Killed an ancient lich
449797 | Zig:20   | Killed an ancient lich
449797 | Zig:20   | Killed an ancient lich
449797 | Zig:20   | Killed an ancient lich
449797 | Zig:20   | Killed an ancient lich
449797 | Zig:20   | Noticed an ancient lich
449798 | Zig:20   | Noticed an ancient lich
449798 | Zig:20   | Noticed an ancient lich
449798 | Zig:20   | Noticed an ancient lich
449798 | Zig:20   | Noticed an ancient lich
449800 | Zig:20   | Noticed an ancient lich
449800 | Zig:20   | Noticed an ancient lich
449800 | Zig:20   | Killed an ancient lich
449800 | Zig:20   | Killed an ancient lich
449801 | Zig:20   | Killed an ancient lich
449801 | Zig:20   | Killed an ancient lich
449802 | Zig:20   | Noticed an ancient lich
449802 | Zig:20   | Killed an ancient lich
449803 | Zig:20   | Noticed an ancient lich
449803 | Zig:20   | Killed an ancient lich
449804 | Zig:20   | Noticed an ancient lich
449804 | Zig:20   | Noticed an ancient lich
449804 | Zig:20   | Noticed an ancient lich
449804 | Zig:20   | Noticed an ancient lich
449804 | Zig:20   | Noticed an ancient lich
449804 | Zig:20   | Noticed an ancient lich
449804 | Zig:20   | Killed an ancient lich
449805 | Zig:20   | Noticed an ancient lich
449805 | Zig:20   | Noticed an ancient lich
449806 | Zig:20   | Noticed an ancient lich
449807 | Zig:20   | Killed an ancient lich
449807 | Zig:20   | Killed an ancient lich
449807 | Zig:20   | Killed an ancient lich
449807 | Zig:20   | Killed an ancient lich
449807 | Zig:20   | Killed an ancient lich
449807 | Zig:20   | Killed an ancient lich
449807 | Zig:20   | Killed an ancient lich
449807 | Zig:20   | Killed an ancient lich
449807 | Zig:20   | Noticed an ancient lich
449808 | Zig:20   | Killed an ancient lich
449808 | Zig:20   | Killed an ancient lich
449808 | Zig:20   | Killed an ancient lich
449808 | Zig:20   | Killed an ancient lich
449808 | Zig:20   | Killed an ancient lich
449808 | Zig:20   | Killed an ancient lich
449808 | Zig:20   | Killed an ancient lich
449808 | Zig:20   | Killed an ancient lich
449808 | Zig:20   | Killed an ancient lich
449809 | Zig:20   | Noticed an ancient lich
449809 | Zig:20   | Noticed an ancient lich
449811 | Zig:20   | Noticed an ancient lich
449811 | Zig:20   | Noticed an ancient lich
449811 | Zig:20   | Noticed an ancient lich
449811 | Zig:20   | Killed an ancient lich
449812 | Zig:20   | Noticed an ancient lich
449812 | Zig:20   | Noticed an ancient lich
449813 | Zig:20   | Noticed an ancient lich
449813 | Zig:20   | Noticed an ancient lich
449813 | Zig:20   | Noticed an ancient lich
449814 | Zig:20   | Noticed an ancient lich
449814 | Zig:20   | Noticed an ancient lich
449814 | Zig:20   | Noticed an ancient lich
449814 | Zig:20   | Killed an ancient lich
449814 | Zig:20   | Killed an ancient lich
449814 | Zig:20   | Killed an ancient lich
449815 | Zig:20   | Noticed an ancient lich
449815 | Zig:20   | Noticed an ancient lich
449816 | Zig:20   | Noticed an ancient lich
449816 | Zig:20   | Noticed an ancient lich
449817 | Zig:20   | Killed an ancient lich
449817 | Zig:20   | Killed an ancient lich
449817 | Zig:20   | Killed an ancient lich
449817 | Zig:20   | Killed an ancient lich
449817 | Zig:20   | Killed an ancient lich
449817 | Zig:20   | Killed an ancient lich
449817 | Zig:20   | Killed an ancient lich
449817 | Zig:20   | Killed an ancient lich
449817 | Zig:20   | Killed an ancient lich
449817 | Zig:20   | Killed an ancient lich
449818 | Zig:20   | Killed an ancient lich
449818 | Zig:20   | Killed an ancient lich
449818 | Zig:20   | Killed an ancient lich
449818 | Zig:20   | Killed an ancient lich
449825 | Zig:20   | Noticed an ancient lich
449829 | Zig:20   | Cast into level 3 of the Abyss (profane servitor)
449841 | Zig:20   | Escaped the Abyss
449842 | Zig:20   | Killed an ancient lich
449879 | Zig:20   | Got a translucent gossamer ring
449881 | Zig:20   | Identified the ring "Daehaf" {rN+ Int+3 Dex+4} (You found it on level 20 of a ziggurat)
449884 | Zig:20   | Identified Wiatwy's Catalogue of the Lucky Blaze
449912 | Zig:20   | Got a vibrating jade ring
449913 | Zig:20   | Identified the cursed ring of Kagg {rF+ rC+ Str+2 Dex-6} (You found it on level 20 of a ziggurat)
449917 | Zig:20   | Got a bound granite ring
449920 | Zig:20   | Identified the ring of Suspected Treachery {rPois Str+3 Dex+3} (You found it on level 20 of a ziggurat)
450111 | Zig:20   | Identified the Almanac of Agnosticism
450112 | Zig:20   | Identified the Almanac of Ensnaring Orientation
450145 | Zig:21   | Entered Level 21 of a ziggurat
450325 | Zig:21   | Got a clouded platinum amulet
450326 | Zig:21   | Identified the amulet of Catwefiz {RegenMP *Slow rF+ Dex+6 Slay+2} (You found it on level 21 of a ziggurat)
450567 | Zig:21   | Identified the cursed +0 cloak of Jemniycs {rCorr} (You found it on level 21 of a ziggurat)
450599 | Zig:21   | Identified the Tome of Mutagenic Ice
450610 | Zig:22   | Entered Level 22 of a ziggurat
450695 | Zig:22   | Got a clouded pewter ring
450698 | Zig:22   | Identified the ring "Zilom Arph" {+Fly rElec rN+} (You found it on level 22 of a ziggurat)
450706 | Zig:22   | Got a coiled lead ring
450707 | Zig:22   | Identified the ring of Fynlehon {+Fly rPois rC+} (You found it on level 22 of a ziggurat)
450935 | Zig:22   | Identified the Compendium of Polytheism
451052 | Zig:23   | Entered Level 23 of a ziggurat
451146 | Zig:23   | Noticed Wiblojuc the pandemonium lord
451156 | Zig:23   | Killed Wiblojuc the pandemonium lord
451271 | Zig:23   | Identified the +4 helmet "Tamop" {Str+3 Int+2} (You found it on level 23 of a ziggurat)
451300 | Zig:23   | Got a glittering silver amulet
451301 | Zig:23   | Identified the amulet of Lidatzoto {Reflect rPois rC+ MR+ SH+5} (You found it on level 23 of a ziggurat)
451313 | Zig:23   | Identified the +3 broad axe "Xotunoha" {pain, Int+4} (You found it on level 23 of a ziggurat)
451486 | Zig:23   | Identified the +5 pair of gloves "Waofas" {rElec SInv} (You found it on level 23 of a ziggurat)
451554 | Zig:24   | Entered Level 24 of a ziggurat
451554 | Zig:24   | Noticed a greater mummy
451554 | Zig:24   | Noticed a greater mummy
451554 | Zig:24   | Noticed a greater mummy
451554 | Zig:24   | Noticed a greater mummy
451554 | Zig:24   | Noticed a greater mummy
451554 | Zig:24   | Noticed a greater mummy
451554 | Zig:24   | Noticed a greater mummy
451554 | Zig:24   | Noticed a greater mummy
451554 | Zig:24   | Noticed a greater mummy
451554 | Zig:24   | Noticed a greater mummy
451554 | Zig:24   | Noticed a greater mummy
451554 | Zig:24   | Noticed a greater mummy
451554 | Zig:24   | Noticed a greater mummy
451556 | Zig:24   | Noticed a greater mummy
451556 | Zig:24   | Noticed a greater mummy
451556 | Zig:24   | Killed a greater mummy
451556 | Zig:24   | Killed a greater mummy
451556 | Zig:24   | Killed a greater mummy
451556 | Zig:24   | Killed a greater mummy
451556 | Zig:24   | Killed a greater mummy
451556 | Zig:24   | Killed a greater mummy
451556 | Zig:24   | Killed a greater mummy
451556 | Zig:24   | Killed a greater mummy
451557 | Zig:24   | Noticed a greater mummy
451557 | Zig:24   | Noticed a greater mummy
451557 | Zig:24   | Noticed a greater mummy
451557 | Zig:24   | Noticed a greater mummy
451557 | Zig:24   | Noticed a greater mummy
451558 | Zig:24   | Noticed a greater mummy
451558 | Zig:24   | Killed a greater mummy
451559 | Zig:24   | Killed a greater mummy
451559 | Zig:24   | Killed a greater mummy
451559 | Zig:24   | Killed a greater mummy
451560 | Zig:24   | Killed a greater mummy
451560 | Zig:24   | Killed a greater mummy
451561 | Zig:24   | Noticed a greater mummy
451561 | Zig:24   | Killed a greater mummy
451561 | Zig:24   | Killed a greater mummy
451561 | Zig:24   | Killed a greater mummy
451561 | Zig:24   | Killed a greater mummy
451561 | Zig:24   | Killed a greater mummy
451562 | Zig:24   | Noticed a greater mummy
451562 | Zig:24   | Noticed a greater mummy
451562 | Zig:24   | Noticed a greater mummy
451564 | Zig:24   | Noticed a greater mummy
451566 | Zig:24   | Noticed an ancient lich
451567 | Zig:24   | Noticed a greater mummy
451568 | Zig:24   | Killed a greater mummy
451568 | Zig:24   | Killed a greater mummy
451568 | Zig:24   | Killed a greater mummy
451568 | Zig:24   | Killed an ancient lich
451569 | Zig:24   | Noticed a greater mummy
451570 | Zig:24   | Noticed a greater mummy
451570 | Zig:24   | Killed a greater mummy
451570 | Zig:24   | Killed a greater mummy
451571 | Zig:24   | Noticed a greater mummy
451571 | Zig:24   | Killed a greater mummy
451571 | Zig:24   | Killed a greater mummy
451571 | Zig:24   | Killed a greater mummy
451572 | Zig:24   | Noticed a greater mummy
451572 | Zig:24   | Noticed a greater mummy
451572 | Zig:24   | Noticed a greater mummy
451573 | Zig:24   | Noticed a greater mummy
451573 | Zig:24   | Noticed a greater mummy
451573 | Zig:24   | Noticed a greater mummy
451573 | Zig:24   | Noticed a greater mummy
451573 | Zig:24   | Noticed a greater mummy
451573 | Zig:24   | Noticed a greater mummy
451573 | Zig:24   | Noticed a greater mummy
451574 | Zig:24   | Noticed a greater mummy
451574 | Zig:24   | Noticed a greater mummy
451576 | Zig:24   | Killed a greater mummy
451576 | Zig:24   | Killed a greater mummy
451576 | Zig:24   | Killed a greater mummy
451576 | Zig:24   | Killed a greater mummy
451577 | Zig:24   | Noticed a greater mummy
451577 | Zig:24   | Noticed a greater mummy
451577 | Zig:24   | Noticed a greater mummy
451578 | Zig:24   | Noticed a greater mummy
451578 | Zig:24   | Noticed a greater mummy
451578 | Zig:24   | Killed a greater mummy
451578 | Zig:24   | Killed a greater mummy
451578 | Zig:24   | Killed a greater mummy
451578 | Zig:24   | Killed a greater mummy
451578 | Zig:24   | Killed a greater mummy
451578 | Zig:24   | Killed a greater mummy
451578 | Zig:24   | Killed a greater mummy
451579 | Zig:24   | Noticed a greater mummy
451579 | Zig:24   | Noticed a greater mummy
451579 | Zig:24   | Noticed a greater mummy
451579 | Zig:24   | Killed a greater mummy
451579 | Zig:24   | Killed a greater mummy
451580 | Zig:24   | Noticed a greater mummy
451580 | Zig:24   | Noticed a greater mummy
451580 | Zig:24   | Killed a greater mummy
451580 | Zig:24   | Killed a greater mummy
451581 | Zig:24   | Noticed a greater mummy
451581 | Zig:24   | Noticed a greater mummy
451581 | Zig:24   | Noticed a greater mummy
451581 | Zig:24   | Noticed a greater mummy
451581 | Zig:24   | Noticed a greater mummy
451581 | Zig:24   | Noticed a greater mummy
451581 | Zig:24   | Noticed a greater mummy
451583 | Zig:24   | Noticed a greater mummy
451583 | Zig:24   | Noticed a greater mummy
451583 | Zig:24   | Killed a greater mummy
451583 | Zig:24   | Killed a greater mummy
451583 | Zig:24   | Killed a greater mummy
451583 | Zig:24   | Killed a greater mummy
451583 | Zig:24   | Killed a greater mummy
451583 | Zig:24   | Killed a greater mummy
451584 | Zig:24   | Noticed a greater mummy
451585 | Zig:24   | Noticed a greater mummy
451585 | Zig:24   | Killed a greater mummy
451585 | Zig:24   | Killed a greater mummy
451585 | Zig:24   | Killed a greater mummy
451585 | Zig:24   | Killed a greater mummy
451585 | Zig:24   | Killed a greater mummy
451585 | Zig:24   | Killed a greater mummy
451585 | Zig:24   | Killed a greater mummy
451585 | Zig:24   | Killed a greater mummy
451586 | Zig:24   | Noticed a greater mummy
451586 | Zig:24   | Noticed a greater mummy
451586 | Zig:24   | Noticed a greater mummy
451586 | Zig:24   | Noticed a greater mummy
451586 | Zig:24   | Killed a greater mummy
451586 | Zig:24   | Killed a greater mummy
451586 | Zig:24   | Killed a greater mummy
451586 | Zig:24   | Killed a greater mummy
451587 | Zig:24   | Noticed a greater mummy
451587 | Zig:24   | Noticed a greater mummy
451587 | Zig:24   | Killed a greater mummy
451588 | Zig:24   | Noticed a greater mummy
451588 | Zig:24   | Noticed a greater mummy
451588 | Zig:24   | Noticed a greater mummy
451588 | Zig:24   | Noticed a greater mummy
451588 | Zig:24   | Noticed a greater mummy
451589 | Zig:24   | Killed a greater mummy
451589 | Zig:24   | Killed a greater mummy
451589 | Zig:24   | Killed a greater mummy
451589 | Zig:24   | Killed a greater mummy
451589 | Zig:24   | Killed a greater mummy
451590 | Zig:24   | Noticed a greater mummy
451590 | Zig:24   | Noticed a greater mummy
451590 | Zig:24   | Noticed a greater mummy
451590 | Zig:24   | Noticed a greater mummy
451590 | Zig:24   | Killed a greater mummy
451591 | Zig:24   | Noticed a greater mummy
451591 | Zig:24   | Noticed a greater mummy
451591 | Zig:24   | Noticed a greater mummy
451591 | Zig:24   | Killed a greater mummy
451591 | Zig:24   | Killed a greater mummy
451591 | Zig:24   | Killed a greater mummy
451591 | Zig:24   | Killed a greater mummy
451591 | Zig:24   | Killed a greater mummy
451592 | Zig:24   | Noticed a greater mummy
451592 | Zig:24   | Noticed a greater mummy
451592 | Zig:24   | Killed a greater mummy
451592 | Zig:24   | Killed a greater mummy
451593 | Zig:24   | Noticed a greater mummy
451593 | Zig:24   | Noticed a greater mummy
451593 | Zig:24   | Noticed a greater mummy
451593 | Zig:24   | Noticed a greater mummy
451593 | Zig:24   | Killed a greater mummy
451593 | Zig:24   | Killed a greater mummy
451593 | Zig:24   | Killed a greater mummy
451593 | Zig:24   | Killed a greater mummy
451594 | Zig:24   | Noticed a greater mummy
451594 | Zig:24   | Noticed a greater mummy
451594 | Zig:24   | Noticed a greater mummy
451594 | Zig:24   | Noticed a greater mummy
451595 | Zig:24   | Noticed a greater mummy
451595 | Zig:24   | Killed a greater mummy
451595 | Zig:24   | Killed a greater mummy
451595 | Zig:24   | Killed a greater mummy
451595 | Zig:24   | Killed a greater mummy
451595 | Zig:24   | Killed a greater mummy
451596 | Zig:24   | Noticed a greater mummy
451596 | Zig:24   | Noticed a greater mummy
451596 | Zig:24   | Killed a greater mummy
451597 | Zig:24   | Noticed a greater mummy
451597 | Zig:24   | Killed a greater mummy
451597 | Zig:24   | Killed a greater mummy
451597 | Zig:24   | Killed a greater mummy
451597 | Zig:24   | Killed a greater mummy
451597 | Zig:24   | Killed a greater mummy
451598 | Zig:24   | Noticed a greater mummy
451598 | Zig:24   | Noticed a greater mummy
451598 | Zig:24   | Noticed a greater mummy
451598 | Zig:24   | Noticed a greater mummy
451598 | Zig:24   | Noticed a greater mummy
451598 | Zig:24   | Noticed a greater mummy
451598 | Zig:24   | Killed a greater mummy
451598 | Zig:24   | Killed a greater mummy
451598 | Zig:24   | Killed a greater mummy
451599 | Zig:24   | Noticed a greater mummy
451599 | Zig:24   | Noticed a greater mummy
451599 | Zig:24   | Noticed a greater mummy
451599 | Zig:24   | Killed a greater mummy
451600 | Zig:24   | Noticed a greater mummy
451601 | Zig:24   | Killed a greater mummy
451601 | Zig:24   | Killed a greater mummy
451601 | Zig:24   | Killed a greater mummy
451601 | Zig:24   | Killed a greater mummy
451601 | Zig:24   | Killed a greater mummy
451601 | Zig:24   | Killed a greater mummy
451601 | Zig:24   | Killed a greater mummy
451601 | Zig:24   | Killed a greater mummy
451603 | Zig:24   | Noticed a greater mummy
451603 | Zig:24   | Noticed a greater mummy
451603 | Zig:24   | Noticed a greater mummy
451603 | Zig:24   | Noticed a greater mummy
451603 | Zig:24   | Noticed a greater mummy
451603 | Zig:24   | Noticed a greater mummy
451603 | Zig:24   | Killed a greater mummy
451604 | Zig:24   | Noticed a greater mummy
451604 | Zig:24   | Noticed a greater mummy
451604 | Zig:24   | Killed a greater mummy
451605 | Zig:24   | Noticed a greater mummy
451605 | Zig:24   | Noticed a greater mummy
451605 | Zig:24   | Killed a greater mummy
451605 | Zig:24   | Killed a greater mummy
451606 | Zig:24   | Noticed a greater mummy
451606 | Zig:24   | Killed a greater mummy
451606 | Zig:24   | Killed a greater mummy
451606 | Zig:24   | Killed a greater mummy
451606 | Zig:24   | Killed a greater mummy
451607 | Zig:24   | Noticed a greater mummy
451607 | Zig:24   | Noticed a greater mummy
451607 | Zig:24   | Noticed a greater mummy
451609 | Zig:24   | Killed a greater mummy
451609 | Zig:24   | Killed a greater mummy
451609 | Zig:24   | Killed a greater mummy
451609 | Zig:24   | Killed a greater mummy
451609 | Zig:24   | Killed a greater mummy
451611 | Zig:24   | Killed a greater mummy
451611 | Zig:24   | Killed a greater mummy
451611 | Zig:24   | Killed a greater mummy
451612 | Zig:24   | Killed a greater mummy
451612 | Zig:24   | Killed a greater mummy
451625 | Zig:24   | Got a translucent platinum ring
451627 | Zig:24   | Identified the ring of Uxzypua {rElec rF- rC+ Dex+2 Stlth+} (You found it on level 24 of a ziggurat)
451647 | Zig:24   | Got a vibrating copper ring
451648 | Zig:24   | Identified the ring of Ebadej {Fire *Corrode Int+4} (You found it on level 24 of a ziggurat)
451668 | Zig:24   | Identified the Compendium of the Virous Glacier
451692 | Zig:24   | Got a pitted marble ring
451693 | Zig:24   | Identified the ring "Juliyva" {MR+ MP+9 Int+6} (You found it on level 24 of a ziggurat)
451770 | Zig:25   | Entered Level 25 of a ziggurat
451770 | Zig:25   | Noticed Goat the pandemonium lord
451770 | Zig:25   | Noticed Vapifeb the pandemonium lord
451770 | Zig:25   | Noticed Paoledi the pandemonium lord
451770 | Zig:25   | Noticed Mapherho the pandemonium lord
451770 | Zig:25   | Noticed Kivua the pandemonium lord
451770 | Zig:25   | Noticed Weyneev Leod the pandemonium lord
451770 | Zig:25   | Noticed Esoryige the pandemonium lord
451770 | Zig:25   | Noticed Cyemp the pandemonium lord
451770 | Zig:25   | Noticed Gucrumus the pandemonium lord
451770 | Zig:25   | Noticed Latragru the pandemonium lord
451770 | Zig:25   | Noticed Oqasiv the pandemonium lord
451770 | Zig:25   | Noticed Baukimaq the pandemonium lord
451770 | Zig:25   | Noticed Jaemoschy the pandemonium lord
451770 | Zig:25   | Noticed Jeuhim the pandemonium lord
451770 | Zig:25   | Noticed Verphir the pandemonium lord
451770 | Zig:25   | Noticed Ymiy the pandemonium lord
451770 | Zig:25   | Noticed Opno the pandemonium lord
451770 | Zig:25   | Noticed Mysihoev the pandemonium lord
451770 | Zig:25   | Noticed Wuhoreal the pandemonium lord
451770 | Zig:25   | Noticed Zesit the pandemonium lord
451770 | Zig:25   | Noticed Zeocs the pandemonium lord
451770 | Zig:25   | Noticed Eluntuz the pandemonium lord
451770 | Zig:25   | Noticed Wucul the pandemonium lord
451770 | Zig:25   | Noticed Jotoelee the pandemonium lord
451770 | Zig:25   | Noticed Faacim the pandemonium lord
451770 | Zig:25   | Noticed Ocwioh the pandemonium lord
451770 | Zig:25   | Noticed Ruahoph the pandemonium lord
451770 | Zig:25   | Noticed Yryaro the pandemonium lord
451770 | Zig:25   | Noticed Usicsae the pandemonium lord
451770 | Zig:25   | Noticed Zuimoogh the pandemonium lord
451770 | Zig:25   | Noticed Opnamn the pandemonium lord
451770 | Zig:25   | Noticed Jistyor the pandemonium lord
451770 | Zig:25   | Noticed Ywam Nod the pandemonium lord
451770 | Zig:25   | Noticed Faip the pandemonium lord
451770 | Zig:25   | Noticed Metzed the pandemonium lord
451770 | Zig:25   | Noticed Kergh the pandemonium lord
451770 | Zig:25   | Noticed Wecon the pandemonium lord
451770 | Zig:25   | Noticed Aptes the pandemonium lord
451770 | Zig:25   | Noticed Xyecawio the pandemonium lord
451770 | Zig:25   | Noticed Egyfolex the pandemonium lord
451770 | Zig:25   | Noticed Osow the pandemonium lord
451770 | Zig:25   | Noticed Vooggoim the pandemonium lord
451770 | Zig:25   | Noticed Fozyod Xaliss the pandemonium lord
451770 | Zig:25   | Noticed Jerioc the pandemonium lord
451770 | Zig:25   | Noticed Rizxetyq the pandemonium lord
451770 | Zig:25   | Noticed Waiqo the pandemonium lord
451770 | Zig:25   | Noticed Dudyikk the pandemonium lord
451770 | Zig:25   | Noticed Bieb the pandemonium lord
451770 | Zig:25   | Noticed Loirest the pandemonium lord
451772 | Zig:25   | Noticed Suicsygh the pandemonium lord
451772 | Zig:25   | Noticed Tuduxto the pandemonium lord
451772 | Zig:25   | Noticed Uwyedd the pandemonium lord
451772 | Zig:25   | Noticed Rilech the pandemonium lord
451772 | Zig:25   | Noticed Ycserats the pandemonium lord
451772 | Zig:25   | Noticed Poasewn the pandemonium lord
451772 | Zig:25   | Noticed Lakkuoj the pandemonium lord
451773 | Zig:25   | Noticed Qeapt the pandemonium lord
451773 | Zig:25   | Noticed Tuenan Zyut the pandemonium lord
451773 | Zig:25   | Noticed Qymi the pandemonium lord
451773 | Zig:25   | Killed Ocwioh the pandemonium lord
451774 | Zig:25   | Noticed Oxawuh the pandemonium lord
451774 | Zig:25   | Killed Wuhoreal the pandemonium lord
451774 | Zig:25   | Killed Ymiy the pandemonium lord
451774 | Zig:25   | Killed Jotoelee the pandemonium lord
451774 | Zig:25   | Killed Faacim the pandemonium lord
451775 | Zig:25   | Noticed Poedic the pandemonium lord
451775 | Zig:25   | Killed Latragru the pandemonium lord
451775 | Zig:25   | Killed Verphir the pandemonium lord
451775 | Zig:25   | Killed Xyecawio the pandemonium lord
451775 | Zig:25   | Killed Metzed the pandemonium lord
451775 | Zig:25   | Killed Qymi the pandemonium lord
451775 | Zig:25   | Killed Ywam Nod the pandemonium lord
451776 | Zig:25   | Noticed Digimoq the pandemonium lord
451776 | Zig:25   | Noticed Ziub Qana the pandemonium lord
451776 | Zig:25   | Noticed Mafueser the pandemonium lord
451776 | Zig:25   | Noticed Uneow the pandemonium lord
451776 | Zig:25   | Noticed Ypemish the pandemonium lord
451776 | Zig:25   | Noticed Diaxkyl the pandemonium lord
451776 | Zig:25   | Noticed Kudoz the pandemonium lord
451776 | Zig:25   | Killed Ruahoph the pandemonium lord
451776 | Zig:25   | Killed Dudyikk the pandemonium lord
451776 | Zig:25   | Killed Wecon the pandemonium lord
451777 | Zig:25   | Noticed Mingex the pandemonium lord
451777 | Zig:25   | Noticed Hus Eniseat the pandemonium lord
451778 | Zig:25   | Noticed Pusoshra the pandemonium lord
451778 | Zig:25   | Killed Bieb the pandemonium lord
451778 | Zig:25   | Killed Egyfolex the pandemonium lord
451778 | Zig:25   | Killed Zuimoogh the pandemonium lord
451779 | Zig:25   | Noticed Kuck the pandemonium lord
451780 | Zig:25   | Noticed Huirut the pandemonium lord
451783 | Zig:25   | Noticed Zisog the pandemonium lord
451783 | Zig:25   | Noticed Vyot Hoavo the pandemonium lord
451784 | Zig:25   | Killed Aptes the pandemonium lord
451784 | Zig:25   | Killed Waiqo the pandemonium lord
451784 | Zig:25   | Killed Mysihoev the pandemonium lord
451784 | Zig:25   | Killed Pusoshra the pandemonium lord
451785 | Zig:25   | Noticed Xuajett the pandemonium lord
451785 | Zig:25   | Noticed Uhuxtel the pandemonium lord
451785 | Zig:25   | Killed Kergh the pandemonium lord
451785 | Zig:25   | Killed Usicsae the pandemonium lord
451785 | Zig:25   | Killed Zisog the pandemonium lord
451785 | Zig:25   | Killed Tifror the pandemonium lord
451787 | Zig:25   | Noticed Nasekis the pandemonium lord
451787 | Zig:25   | Noticed Rejon the pandemonium lord
451788 | Zig:25   | Killed Gucrumus the pandemonium lord
451788 | Zig:25   | Killed Mafueser the pandemonium lord
451789 | Zig:25   | Noticed Dilew the pandemonium lord
451790 | Zig:25   | Noticed Aforghas the pandemonium lord
451790 | Zig:25   | Noticed Riymun the pandemonium lord
451790 | Zig:25   | Killed Opnamn the pandemonium lord
451790 | Zig:25   | Killed Tuenan Zyut the pandemonium lord
451790 | Zig:25   | Killed Eluntuz the pandemonium lord
451790 | Zig:25   | Killed Wucul the pandemonium lord
451790 | Zig:25   | Killed Uhuxtel the pandemonium lord
451790 | Zig:25   | Killed Baukimaq the pandemonium lord
451790 | Zig:25   | Killed Faip the pandemonium lord
451790 | Zig:25   | Killed Jerioc the pandemonium lord
451791 | Zig:25   | Noticed Ucvenn the pandemonium lord
451791 | Zig:25   | Noticed Radunogu the pandemonium lord
451791 | Zig:25   | Noticed Teov the pandemonium lord
451791 | Zig:25   | Killed Vapifeb the pandemonium lord
451791 | Zig:25   | Killed Riymun the pandemonium lord
451792 | Zig:25   | Noticed Yfaommog the pandemonium lord
451792 | Zig:25   | Noticed Hoejuoci the pandemonium lord
451792 | Zig:25   | Killed Rizxetyq the pandemonium lord
451792 | Zig:25   | Killed Teov the pandemonium lord
451792 | Zig:25   | Killed Vyot Hoavo the pandemonium lord
451792 | Zig:25   | Killed Huirut the pandemonium lord
451792 | Zig:25   | Killed Xuajett the pandemonium lord
451792 | Zig:25   | Killed Uneow the pandemonium lord
451792 | Zig:25   | Killed Jeuhim the pandemonium lord
451792 | Zig:25   | Killed Rejon the pandemonium lord
451792 | Zig:25   | Killed Rilech the pandemonium lord
451793 | Zig:25   | Noticed Podeyruu the pandemonium lord
451793 | Zig:25   | Noticed Xoem the pandemonium lord
451793 | Zig:25   | Noticed Mehiunal the pandemonium lord
451794 | Zig:25   | Noticed Taawi the pandemonium lord
451795 | Zig:25   | Noticed Goof the pandemonium lord
451797 | Zig:25   | Killed Suicsygh the pandemonium lord
451797 | Zig:25   | Killed Goat the pandemonium lord
451797 | Zig:25   | Killed Oxawuh the pandemonium lord
451797 | Zig:25   | Killed Oqasiv the pandemonium lord
451798 | Zig:25   | Noticed Xooch the pandemonium lord
451798 | Zig:25   | Killed Lakkuoj the pandemonium lord
451798 | Zig:25   | Killed Digimoq the pandemonium lord
451798 | Zig:25   | Killed Qeapt the pandemonium lord
451798 | Zig:25   | Killed Kivua the pandemonium lord
451798 | Zig:25   | Killed Hoejuoci the pandemonium lord
451799 | Zig:25   | Noticed Kaetyun the pandemonium lord
451799 | Zig:25   | Noticed Ovvogio the pandemonium lord
451800 | Zig:25   | Noticed Ystinoh the pandemonium lord
451801 | Zig:25   | Noticed Coofego the pandemonium lord
451801 | Zig:25   | Noticed Anoanilu the pandemonium lord
451801 | Zig:25   | Killed Weyneev Leod the pandemonium lord
451801 | Zig:25   | Killed Aforghas the pandemonium lord
451801 | Zig:25   | Killed Ovvogio the pandemonium lord
451801 | Zig:25   | Killed Radunogu the pandemonium lord
451801 | Zig:25   | Killed Hus Eniseat the pandemonium lord
451801 | Zig:25   | Killed Upliveorch the pandemonium lord
451801 | Zig:25   | Killed Ycserats the pandemonium lord
451802 | Zig:25   | Noticed Uluaseorph the pandemonium lord
451802 | Zig:25   | Killed Mingex the pandemonium lord
451802 | Zig:25   | Killed Goof the pandemonium lord
451802 | Zig:25   | Killed Nasekis the pandemonium lord
451802 | Zig:25   | Killed Podeyruu the pandemonium lord
451802 | Zig:25   | Killed Xoem the pandemonium lord
451802 | Zig:25   | Killed Uwyedd the pandemonium lord
451804 | Zig:25   | Noticed Qybits the pandemonium lord
451804 | Zig:25   | Killed Jistyor the pandemonium lord
451804 | Zig:25   | Killed Loirest the pandemonium lord
451804 | Zig:25   | Killed Poasewn the pandemonium lord
451804 | Zig:25   | Killed Venumpit the pandemonium lord
451804 | Zig:25   | Killed Opno the pandemonium lord
451804 | Zig:25   | Killed Etsagiol the pandemonium lord
451805 | Zig:25   | Noticed Qihuppyfea the pandemonium lord
451807 | Zig:25   | Noticed Kaz Qemyhu the pandemonium lord
451807 | Zig:25   | Noticed Toll the pandemonium lord
451807 | Zig:25   | Killed Ziub Qana the pandemonium lord
451808 | Zig:25   | Noticed Unoxky the pandemonium lord
451808 | Zig:25   | Noticed Joecsoad the pandemonium lord
451808 | Zig:25   | Killed Qihuppyfea the pandemonium lord
451808 | Zig:25   | Killed Jaemoschy the pandemonium lord
451808 | Zig:25   | Killed Anoanilu the pandemonium lord
451808 | Zig:25   | Killed Coofego the pandemonium lord
451808 | Zig:25   | Killed Uluaseorph the pandemonium lord
451808 | Zig:25   | Killed Kaetyun the pandemonium lord
451808 | Zig:25   | Killed Xooch the pandemonium lord
451808 | Zig:25   | Killed Yfaommog the pandemonium lord
451808 | Zig:25   | Killed Ucvenn the pandemonium lord
451808 | Zig:25   | Killed Joecsoad the pandemonium lord
451809 | Zig:25   | Noticed Gifivygo the pandemonium lord
451809 | Zig:25   | Noticed Umats the pandemonium lord
451809 | Zig:25   | Noticed Pulag the pandemonium lord
451809 | Zig:25   | Killed Cyemp the pandemonium lord
451809 | Zig:25   | Killed Zesit the pandemonium lord
451809 | Zig:25   | Killed Dilew the pandemonium lord
451809 | Zig:25   | Killed Ypemish the pandemonium lord
451810 | Zig:25   | Noticed Jaurak the pandemonium lord
451810 | Zig:25   | Noticed Uralel the pandemonium lord
451810 | Zig:25   | Noticed Kolic the pandemonium lord
451810 | Zig:25   | Noticed Dokhlubi the pandemonium lord
451810 | Zig:25   | Killed Tuduxto the pandemonium lord
451811 | Zig:25   | Noticed Gaezag the pandemonium lord
451811 | Zig:25   | Noticed Qorchin the pandemonium lord
451811 | Zig:25   | Noticed Gatop the pandemonium lord
451811 | Zig:25   | Killed Paoledi the pandemonium lord
451811 | Zig:25   | Killed Toedack the pandemonium lord
451811 | Zig:25   | Killed Qybits the pandemonium lord
451811 | Zig:25   | Killed Esoryige the pandemonium lord
451812 | Zig:25   | Noticed Epyrurgh the pandemonium lord
451813 | Zig:25   | Noticed Gess the pandemonium lord
451813 | Zig:25   | Noticed Itzank the pandemonium lord
451814 | Zig:25   | Noticed Reusiz the pandemonium lord
451815 | Zig:25   | Noticed Painteat the pandemonium lord
451815 | Zig:25   | Noticed Riroi the pandemonium lord
451816 | Zig:25   | Killed Unoxky the pandemonium lord
451816 | Zig:25   | Killed Toll the pandemonium lord
451816 | Zig:25   | Killed Mehiunal the pandemonium lord
451816 | Zig:25   | Killed Ystinoh the pandemonium lord
451816 | Zig:25   | Killed Taawi the pandemonium lord
451817 | Zig:25   | Killed Riroi the pandemonium lord
451817 | Zig:25   | Killed Uralel the pandemonium lord
451817 | Zig:25   | Killed Vooggoim the pandemonium lord
451819 | Zig:25   | Noticed Oggeylya the pandemonium lord
451819 | Zig:25   | Noticed Cegeusae the pandemonium lord
451819 | Zig:25   | Killed Kuck the pandemonium lord
451819 | Zig:25   | Killed Gess the pandemonium lord
451820 | Zig:25   | Killed Dokhlubi the pandemonium lord
451820 | Zig:25   | Killed Poedic the pandemonium lord
451820 | Zig:25   | Killed Oggeylya the pandemonium lord
451820 | Zig:25   | Killed Kolic the pandemonium lord
451821 | Zig:25   | Noticed Vutatits the pandemonium lord
451821 | Zig:25   | Noticed Kidehina the pandemonium lord
451821 | Zig:25   | Noticed Guzity the pandemonium lord
451822 | Zig:25   | Noticed Zicesopp the pandemonium lord
451823 | Zig:25   | Noticed Irullyz the pandemonium lord
451825 | Zig:25   | Noticed Paivano the pandemonium lord
451825 | Zig:25   | Noticed Qoesabro the pandemonium lord
451825 | Zig:25   | Noticed Wiubren the pandemonium lord
451825 | Zig:25   | Noticed Wyushylim the pandemonium lord
451825 | Zig:25   | Killed Gifivygo the pandemonium lord
451825 | Zig:25   | Killed Epyrurgh the pandemonium lord
451826 | Zig:25   | Noticed Gocleh the pandemonium lord
451826 | Zig:25   | Noticed Zeonn the pandemonium lord
451826 | Zig:25   | Killed Gatop the pandemonium lord
451826 | Zig:25   | Killed Cegeusae the pandemonium lord
451826 | Zig:25   | Killed Kidehina the pandemonium lord
451826 | Zig:25   | Killed Qoesabro the pandemonium lord
451826 | Zig:25   | Killed Wyushylim the pandemonium lord
451827 | Zig:25   | Noticed Teny the pandemonium lord
451827 | Zig:25   | Killed Pulag the pandemonium lord
451829 | Zig:25   | Noticed Geakhej the pandemonium lord
451829 | Zig:25   | Noticed Laonuecw the pandemonium lord
451829 | Zig:25   | Killed Zeonn the pandemonium lord
451829 | Zig:25   | Killed Jaurak the pandemonium lord
451829 | Zig:25   | Killed Qorchin the pandemonium lord
451829 | Zig:25   | Killed Kaz Qemyhu the pandemonium lord
451829 | Zig:25   | Killed Vutatits the pandemonium lord
451830 | Zig:25   | Noticed Tezon the pandemonium lord
451830 | Zig:25   | Killed Gocleh the pandemonium lord
451830 | Zig:25   | Killed Itzank the pandemonium lord
451830 | Zig:25   | Killed Reusiz the pandemonium lord
451831 | Zig:25   | Noticed Ule Mumm the pandemonium lord
451832 | Zig:25   | Noticed Olodwel the pandemonium lord
451832 | Zig:25   | Noticed Goiggub the pandemonium lord
451832 | Zig:25   | Noticed Pimauj the pandemonium lord
451832 | Zig:25   | Killed Umats the pandemonium lord
451832 | Zig:25   | Killed Teny the pandemonium lord
451832 | Zig:25   | Killed Wiubren the pandemonium lord
451832 | Zig:25   | Killed Gaezag the pandemonium lord
451833 | Zig:25   | Noticed Raok the pandemonium lord
451833 | Zig:25   | Noticed Baihy the pandemonium lord
451834 | Zig:25   | Noticed Dianaj the pandemonium lord
451834 | Zig:25   | Noticed Pyonuari the pandemonium lord
451834 | Zig:25   | Killed Zicesopp the pandemonium lord
451834 | Zig:25   | Killed Zeocs the pandemonium lord
451834 | Zig:25   | Killed Paivano the pandemonium lord
451834 | Zig:25   | Killed Pimauj the pandemonium lord
451834 | Zig:25   | Killed Painteat the pandemonium lord
451836 | Zig:25   | Noticed Epyelupe the pandemonium lord
451836 | Zig:25   | Noticed Akyrergh the pandemonium lord
451837 | Zig:25   | Noticed Pazeunye the pandemonium lord
451838 | Zig:25   | Noticed Soihol the pandemonium lord
451838 | Zig:25   | Killed Raok the pandemonium lord
451838 | Zig:25   | Killed Dianaj the pandemonium lord
451838 | Zig:25   | Killed Ybelleeh the pandemonium lord
451838 | Zig:25   | Killed Baihy the pandemonium lord
451838 | Zig:25   | Killed Osow the pandemonium lord
451838 | Zig:25   | Killed Irullyz the pandemonium lord
451838 | Zig:25   | Killed Geakhej the pandemonium lord
451839 | Zig:25   | Noticed Cyet the pandemonium lord
451839 | Zig:25   | Killed Pyonuari the pandemonium lord
451839 | Zig:25   | Killed Tezon the pandemonium lord
451839 | Zig:25   | Killed Soihol the pandemonium lord
451840 | Zig:25   | Noticed Isuuthri the pandemonium lord
451842 | Zig:25   | Noticed Dalaon the pandemonium lord
451842 | Zig:25   | Killed Epyelupe the pandemonium lord
451842 | Zig:25   | Killed Asorhad the pandemonium lord
451843 | Zig:25   | Noticed Duvexiedo the pandemonium lord
451843 | Zig:25   | Noticed Zuuvok the pandemonium lord
451843 | Zig:25   | Killed Cyet the pandemonium lord
451843 | Zig:25   | Killed Isuuthri the pandemonium lord
451843 | Zig:25   | Killed Ule Mumm the pandemonium lord
451843 | Zig:25   | Killed Kepha the pandemonium lord
451843 | Zig:25   | Killed Pazeunye the pandemonium lord
451847 | Zig:25   | Noticed Lopn the pandemonium lord
451847 | Zig:25   | Noticed Figei the pandemonium lord
451847 | Zig:25   | Noticed Ebemp the pandemonium lord
451848 | Zig:25   | Noticed Batuokh the pandemonium lord
451848 | Zig:25   | Noticed Nummuale the pandemonium lord
451848 | Zig:25   | Killed Nummuale the pandemonium lord
451848 | Zig:25   | Killed Duvexiedo the pandemonium lord
451848 | Zig:25   | Killed Goiggub the pandemonium lord
451848 | Zig:25   | Killed Figei the pandemonium lord
451848 | Zig:25   | Killed Akyrergh the pandemonium lord
451848 | Zig:25   | Killed Laonuecw the pandemonium lord
451848 | Zig:25   | Killed Mapherho the pandemonium lord
451849 | Zig:25   | Noticed Ynituwk the pandemonium lord
451849 | Zig:25   | Noticed Badgh the pandemonium lord
451850 | Zig:25   | Noticed Ybui the pandemonium lord
451850 | Zig:25   | Noticed Siunkal the pandemonium lord
451852 | Zig:25   | Killed Batuokh the pandemonium lord
451852 | Zig:25   | Killed Ebemp the pandemonium lord
451853 | Zig:25   | Noticed Weawopy the pandemonium lord
451853 | Zig:25   | Noticed Zianir the pandemonium lord
451853 | Zig:25   | Noticed Qix Xauq the pandemonium lord
451853 | Zig:25   | Killed Zuuvok the pandemonium lord
451854 | Zig:25   | Noticed Juunn the pandemonium lord
451854 | Zig:25   | Noticed Biamenn the pandemonium lord
451854 | Zig:25   | Killed Weawopy the pandemonium lord
451854 | Zig:25   | Killed Ynituwk the pandemonium lord
451854 | Zig:25   | Killed Qix Xauq the pandemonium lord
451856 | Zig:25   | Noticed Firghokk the pandemonium lord
451856 | Zig:25   | Noticed Odghial the pandemonium lord
451856 | Zig:25   | Noticed Umnooh the pandemonium lord
451856 | Zig:25   | Noticed Meniussa the pandemonium lord
451856 | Zig:25   | Killed Guzity the pandemonium lord
451856 | Zig:25   | Killed Dalaon the pandemonium lord
451856 | Zig:25   | Killed Zianir the pandemonium lord
451856 | Zig:25   | Killed Olodwel the pandemonium lord
451858 | Zig:25   | Noticed Noish the pandemonium lord
451858 | Zig:25   | Noticed Jateiwis the pandemonium lord
451859 | Zig:25   | Noticed Muipt the pandemonium lord
451859 | Zig:25   | Noticed Omingid the pandemonium lord
451859 | Zig:25   | Killed Meniussa the pandemonium lord
451859 | Zig:25   | Killed Siunkal the pandemonium lord
451859 | Zig:25   | Killed Badgh the pandemonium lord
451859 | Zig:25   | Killed Fiorro the pandemonium lord
451860 | Zig:25   | Noticed Jahenaj the pandemonium lord
451860 | Zig:25   | Killed Omingid the pandemonium lord
451860 | Zig:25   | Killed Ybui the pandemonium lord
451860 | Zig:25   | Killed Lopn the pandemonium lord
451860 | Zig:25   | Killed Odghial the pandemonium lord
451861 | Zig:25   | Noticed Jychu the pandemonium lord
451861 | Zig:25   | Noticed Xisips the pandemonium lord
451862 | Zig:25   | Noticed Ekhixor the pandemonium lord
451862 | Zig:25   | Noticed Voecof the pandemonium lord
451864 | Zig:25   | Noticed Sesu the pandemonium lord
451864 | Zig:25   | Noticed Woevvein the pandemonium lord
451865 | Zig:25   | Killed Umnooh the pandemonium lord
451866 | Zig:25   | Noticed Verumuro the pandemonium lord
451866 | Zig:25   | Noticed Zualir the pandemonium lord
451866 | Zig:25   | Killed Xisips the pandemonium lord
451866 | Zig:25   | Killed Jahenaj the pandemonium lord
451866 | Zig:25   | Killed Biamenn the pandemonium lord
451867 | Zig:25   | Noticed Mopletz the pandemonium lord
451867 | Zig:25   | Noticed Fiagh the pandemonium lord
451868 | Zig:25   | Killed Verumuro the pandemonium lord
451869 | Zig:25   | Noticed Cacwuren the pandemonium lord
451869 | Zig:25   | Noticed Guhen the pandemonium lord
451870 | Zig:25   | Noticed Feasupoy the pandemonium lord
451870 | Zig:25   | Noticed Wiwuut the pandemonium lord
451870 | Zig:25   | Killed Mopletz the pandemonium lord
451870 | Zig:25   | Killed Noish the pandemonium lord
451870 | Zig:25   | Killed Iquotomn the pandemonium lord
451870 | Zig:25   | Killed Guhen the pandemonium lord
451870 | Zig:25   | Killed Fiagh the pandemonium lord
451871 | Zig:25   | Noticed Nateel the pandemonium lord
451871 | Zig:25   | Killed Feasupoy the pandemonium lord
451872 | Zig:25   | Noticed Olydue the pandemonium lord
451872 | Zig:25   | Noticed Yfuidoes the pandemonium lord
451872 | Zig:25   | Noticed Kolegenaek the pandemonium lord
451872 | Zig:25   | Killed Jychu the pandemonium lord
451872 | Zig:25   | Killed Sesu the pandemonium lord
451873 | Zig:25   | Noticed Yzadoice the pandemonium lord
451873 | Zig:25   | Noticed Pankuh the pandemonium lord
451873 | Zig:25   | Killed Jateiwis the pandemonium lord
451873 | Zig:25   | Killed Cacwuren the pandemonium lord
451874 | Zig:25   | Noticed Vexasac the pandemonium lord
451874 | Zig:25   | Killed Voecof the pandemonium lord
451874 | Zig:25   | Killed Olydue the pandemonium lord
451874 | Zig:25   | Killed Kolegenaek the pandemonium lord
451874 | Zig:25   | Killed Zualir the pandemonium lord
451874 | Zig:25   | Killed Wiwuut the pandemonium lord
451875 | Zig:25   | Noticed Vaskog the pandemonium lord
451875 | Zig:25   | Noticed Ypakidul the pandemonium lord
451875 | Zig:25   | Noticed Cetuarch the pandemonium lord
451875 | Zig:25   | Noticed Wamuk the pandemonium lord
451875 | Zig:25   | Noticed Hoofiaghae the pandemonium lord
451875 | Zig:25   | Noticed Taezothri the pandemonium lord
451876 | Zig:25   | Noticed Qofiago the pandemonium lord
451876 | Zig:25   | Noticed Geddof the pandemonium lord
451876 | Zig:25   | Noticed Zanluwenn the pandemonium lord
451876 | Zig:25   | Killed Juunn the pandemonium lord
451877 | Zig:25   | Noticed Xoqom the pandemonium lord
451877 | Zig:25   | Noticed Betiut the pandemonium lord
451878 | Zig:25   | Noticed Lona the pandemonium lord
451878 | Zig:25   | Noticed Kirent the pandemonium lord
451879 | Zig:25   | Noticed Wesaneul the pandemonium lord
451879 | Zig:25   | Noticed Enaod the pandemonium lord
451880 | Zig:25   | Noticed Faiduwn the pandemonium lord
451880 | Zig:25   | Noticed Ibief the pandemonium lord
451882 | Zig:25   | Killed Woevvein the pandemonium lord
451883 | Zig:25   | Noticed Xaupeur the pandemonium lord
451883 | Zig:25   | Killed Firghokk the pandemonium lord
451884 | Zig:25   | Noticed Haeluz the pandemonium lord
451885 | Zig:25   | Noticed Duaniffo the pandemonium lord
451885 | Zig:25   | Killed Betiut the pandemonium lord
451886 | Zig:25   | Killed Vexasac the pandemonium lord
451887 | Zig:25   | Noticed Xiroschae the pandemonium lord
451887 | Zig:25   | Noticed Plog the pandemonium lord
451888 | Zig:25   | Noticed Xalu the pandemonium lord
451888 | Zig:25   | Noticed Gaix the pandemonium lord
451888 | Zig:25   | Killed Muipt the pandemonium lord
451889 | Zig:25   | Noticed Eli Taap the pandemonium lord
451889 | Zig:25   | Noticed Ruxtaq the pandemonium lord
451889 | Zig:25   | Killed Yzadoice the pandemonium lord
451889 | Zig:25   | Killed Xoqom the pandemonium lord
451889 | Zig:25   | Killed Taezothri the pandemonium lord
451889 | Zig:25   | Killed Enaod the pandemonium lord
451889 | Zig:25   | Killed Nateel the pandemonium lord
451889 | Zig:25   | Killed Plog the pandemonium lord
451890 | Zig:25   | Killed Zanluwenn the pandemonium lord
451890 | Zig:25   | Killed Xiroschae the pandemonium lord
451890 | Zig:25   | Killed Vaskog the pandemonium lord
451890 | Zig:25   | Killed Xalu the pandemonium lord
451891 | Zig:25   | Noticed Tumoteph the pandemonium lord
451891 | Zig:25   | Noticed Acyenetu the pandemonium lord
451892 | Zig:25   | Killed Cetuarch the pandemonium lord
451892 | Zig:25   | Killed Ibief the pandemonium lord
451892 | Zig:25   | Killed Eli Taap the pandemonium lord
451892 | Zig:25   | Killed Wamuk the pandemonium lord
451892 | Zig:25   | Killed Yfuidoes the pandemonium lord
451892 | Zig:25   | Killed Hoofiaghae the pandemonium lord
451893 | Zig:25   | Killed Pankuh the pandemonium lord
451894 | Zig:25   | Noticed Zozxefiu the pandemonium lord
451894 | Zig:25   | Noticed Yrigeduwn the pandemonium lord
451894 | Zig:25   | Noticed Atoabre the pandemonium lord
451894 | Zig:25   | Noticed Gaajafae the pandemonium lord
451894 | Zig:25   | Noticed Vaufriek the pandemonium lord
451895 | Zig:25   | Killed Ruxtaq the pandemonium lord
451896 | Zig:25   | Noticed Meonizeo the pandemonium lord
451896 | Zig:25   | Killed Ekhixor the pandemonium lord
451898 | Zig:25   | Noticed Muerchag the pandemonium lord
451898 | Zig:25   | Killed Haeluz the pandemonium lord
451899 | Zig:25   | Killed Faiduwn the pandemonium lord
451899 | Zig:25   | Killed Kirent the pandemonium lord
451900 | Zig:25   | Killed Acyenetu the pandemonium lord
451902 | Zig:25   | Noticed Efat the pandemonium lord
451902 | Zig:25   | Killed Xaupeur the pandemonium lord
451903 | Zig:25   | Noticed Worchis the pandemonium lord
451903 | Zig:25   | Noticed Danov the pandemonium lord
451903 | Zig:25   | Killed Lona the pandemonium lord
451903 | Zig:25   | Killed Qofiago the pandemonium lord
451903 | Zig:25   | Killed Duaniffo the pandemonium lord
451903 | Zig:25   | Noticed Hewn the pandemonium lord
451904 | Zig:25   | Noticed Disk the pandemonium lord
451904 | Zig:25   | Noticed Hydez the pandemonium lord
451904 | Zig:25   | Killed Meonizeo the pandemonium lord
451904 | Zig:25   | Killed Ypakidul the pandemonium lord
451904 | Zig:25   | Killed Tumoteph the pandemonium lord
451904 | Zig:25   | Killed Hewn the pandemonium lord
451905 | Zig:25   | Noticed Howuawne the pandemonium lord
451906 | Zig:25   | Noticed Kake the pandemonium lord
451908 | Zig:25   | Noticed Riuczi Rada the pandemonium lord
451908 | Zig:25   | Noticed Mitoxops the pandemonium lord
451909 | Zig:25   | Noticed Yrei the pandemonium lord
451910 | Zig:25   | Noticed Huleudghonk the pandemonium lord
451911 | Zig:25   | Killed Wesaneul the pandemonium lord
451911 | Zig:25   | Killed Hydez the pandemonium lord
451911 | Zig:25   | Killed Vaufriek the pandemonium lord
451912 | Zig:25   | Noticed Leghimoeku the pandemonium lord
451912 | Zig:25   | Killed Mitoxops the pandemonium lord
451912 | Zig:25   | Killed Yrigeduwn the pandemonium lord
451912 | Zig:25   | Killed Gaajafae the pandemonium lord
451914 | Zig:25   | Noticed Zurghazotu the pandemonium lord
451915 | Zig:25   | Noticed Maegg the pandemonium lord
451916 | Zig:25   | Noticed Oque the pandemonium lord
451916 | Zig:25   | Killed Riuczi Rada the pandemonium lord
451916 | Zig:25   | Killed Worchis the pandemonium lord
451916 | Zig:25   | Killed Muerchag the pandemonium lord
451916 | Zig:25   | Killed Yrei the pandemonium lord
451918 | Zig:25   | Noticed Onubb the pandemonium lord
451918 | Zig:25   | Noticed Itzyharu the pandemonium lord
451918 | Zig:25   | Noticed Aqanalax the pandemonium lord
451918 | Zig:25   | Killed Huleudghonk the pandemonium lord
451918 | Zig:25   | Killed Disk the pandemonium lord
451918 | Zig:25   | Killed Atoabre the pandemonium lord
451919 | Zig:25   | Noticed Haulixt the pandemonium lord
451919 | Zig:25   | Noticed Kekazint the pandemonium lord
451919 | Zig:25   | Noticed Zacotiut the pandemonium lord
451919 | Zig:25   | Killed Kekazint the pandemonium lord
451919 | Zig:25   | Killed Gaix the pandemonium lord
451920 | Zig:25   | Noticed Bibbol the pandemonium lord
451920 | Zig:25   | Killed Zozxefiu the pandemonium lord
451920 | Zig:25   | Killed Geddof the pandemonium lord
451920 | Zig:25   | Killed Efat the pandemonium lord
451920 | Zig:25   | Killed Aqanalax the pandemonium lord
451921 | Zig:25   | Noticed Lacu the pandemonium lord
451921 | Zig:25   | Noticed Rybosops the pandemonium lord
451921 | Zig:25   | Noticed Baotor the pandemonium lord
451921 | Zig:25   | Killed Oque the pandemonium lord
451921 | Zig:25   | Killed Zacotiut the pandemonium lord
451922 | Zig:25   | Noticed Pofebeca the pandemonium lord
451922 | Zig:25   | Noticed Ulikirih the pandemonium lord
451922 | Zig:25   | Killed Onubb the pandemonium lord
451922 | Zig:25   | Killed Howuawne the pandemonium lord
451922 | Zig:25   | Killed Haulixt the pandemonium lord
451922 | Zig:25   | Killed Kake the pandemonium lord
451922 | Zig:25   | Killed Itzyharu the pandemonium lord
451922 | Zig:25   | Killed Byjilel the pandemonium lord
451922 | Zig:25   | Killed Danov the pandemonium lord
451924 | Zig:25   | Noticed Iredotowk the pandemonium lord
451924 | Zig:25   | Killed Baotor the pandemonium lord
451925 | Zig:25   | Noticed Vugenon the pandemonium lord
451925 | Zig:25   | Noticed Mirugago the pandemonium lord
451926 | Zig:25   | Noticed Zolel the pandemonium lord
451926 | Zig:25   | Noticed Nostul the pandemonium lord
451926 | Zig:25   | Noticed Mosuth the pandemonium lord
451927 | Zig:25   | Noticed Uwuah the pandemonium lord
451927 | Zig:25   | Noticed Kutwo the pandemonium lord
451927 | Zig:25   | Noticed Ithrufig the pandemonium lord
451927 | Zig:25   | Noticed Ciutwown the pandemonium lord
451927 | Zig:25   | Noticed Wiuxet the pandemonium lord
451927 | Zig:25   | Killed Maegg the pandemonium lord
451927 | Zig:25   | Killed Zolel the pandemonium lord
451927 | Zig:25   | Killed Lacu the pandemonium lord
451927 | Zig:25   | Killed Uwuah the pandemonium lord
451927 | Zig:25   | Killed Mirugago the pandemonium lord
451927 | Zig:25   | Killed Iredotowk the pandemonium lord
451928 | Zig:25   | Noticed Butoopp the pandemonium lord
451928 | Zig:25   | Noticed Miceuf the pandemonium lord
451929 | Zig:25   | Noticed Kivopt the pandemonium lord
451929 | Zig:25   | Noticed Dinoutie the pandemonium lord
451929 | Zig:25   | Noticed Lusiru Puqe the pandemonium lord
451929 | Zig:25   | Killed Rybosops the pandemonium lord
451929 | Zig:25   | Killed Leghimoeku the pandemonium lord
451929 | Zig:25   | Killed Ulikirih the pandemonium lord
451930 | Zig:25   | Noticed Pymiah the pandemonium lord
451930 | Zig:25   | Killed Kivopt the pandemonium lord
451930 | Zig:25   | Killed Ithrufig the pandemonium lord
451930 | Zig:25   | Killed Miceuf the pandemonium lord
451931 | Zig:25   | Noticed Jeyt the pandemonium lord
451933 | Zig:25   | Noticed Sefer the pandemonium lord
451934 | Zig:25   | Noticed Nypneil the pandemonium lord
451934 | Zig:25   | Killed Jeyt the pandemonium lord
451936 | Zig:25   | Noticed Ynois the pandemonium lord
451936 | Zig:25   | Noticed Atwel the pandemonium lord
451936 | Zig:25   | Noticed Namir the pandemonium lord
451936 | Zig:25   | Killed Ciutwown the pandemonium lord
451937 | Zig:25   | Noticed Jox Yxzo the pandemonium lord
451937 | Zig:25   | Noticed Miaxar the pandemonium lord
451937 | Zig:25   | Killed Yryaro the pandemonium lord
451937 | Zig:25   | Killed Mosuth the pandemonium lord
451937 | Zig:25   | Killed Atwel the pandemonium lord
451937 | Zig:25   | Killed Butoopp the pandemonium lord
451937 | Zig:25   | Killed Vugenon the pandemonium lord
451937 | Zig:25   | Killed Zurghazotu the pandemonium lord
451938 | Zig:25   | Noticed Nabinaqu the pandemonium lord
451938 | Zig:25   | Noticed Iwnyshroec the pandemonium lord
451938 | Zig:25   | Noticed Ykkeuloth the pandemonium lord
451939 | Zig:25   | Noticed Qonwetas the pandemonium lord
451939 | Zig:25   | Killed Lusiru Puqe the pandemonium lord
451939 | Zig:25   | Killed Dinoutie the pandemonium lord
451939 | Zig:25   | Killed Bibbol the pandemonium lord
451940 | Zig:25   | Killed Kutwo the pandemonium lord
451941 | Zig:25   | Noticed Cimar the pandemonium lord
451941 | Zig:25   | Killed Sefer the pandemonium lord
451942 | Zig:25   | Noticed Cinlibug the pandemonium lord
451942 | Zig:25   | Noticed Jidwihare the pandemonium lord
451942 | Zig:25   | Noticed Wily the pandemonium lord
451942 | Zig:25   | Noticed Holuemm the pandemonium lord
451942 | Zig:25   | Noticed Xeg Ohit the pandemonium lord
451942 | Zig:25   | Noticed Gubliu the pandemonium lord
451942 | Zig:25   | Noticed Bicwaur the pandemonium lord
451942 | Zig:25   | Noticed Sukuruon the pandemonium lord
451942 | Zig:25   | Noticed Zuolax the pandemonium lord
451942 | Zig:25   | Noticed Qukeaf the pandemonium lord
451942 | Zig:25   | Noticed Upnedacku the pandemonium lord
451942 | Zig:25   | Noticed Irusch the pandemonium lord
451942 | Zig:25   | Noticed Banusch the pandemonium lord
451942 | Zig:25   | Noticed Unotet the pandemonium lord
451942 | Zig:25   | Noticed Xavy Hed the pandemonium lord
451942 | Zig:25   | Noticed Lani the pandemonium lord
451942 | Zig:25   | Noticed Tygiwiez the pandemonium lord
451942 | Zig:25   | Noticed Toucrugh the pandemonium lord
451942 | Zig:25   | Noticed Takazi the pandemonium lord
451943 | Zig:25   | Killed Nostul the pandemonium lord
451945 | Zig:25   | Killed Cimar the pandemonium lord
451945 | Zig:25   | Killed Iwnyshroec the pandemonium lord
451945 | Zig:25   | Killed Wiuxet the pandemonium lord
451945 | Zig:25   | Killed Bicwaur the pandemonium lord
451945 | Zig:25   | Killed Namir the pandemonium lord
451946 | Zig:25   | Killed Jidwihare the pandemonium lord
451949 | Zig:25   | Killed Qukeaf the pandemonium lord
451949 | Zig:25   | Killed Miaxar the pandemonium lord
451950 | Zig:25   | Killed Xeg Ohit the pandemonium lord
451950 | Zig:25   | Killed Unotet the pandemonium lord
451950 | Zig:25   | Killed Toucrugh the pandemonium lord
451951 | Zig:25   | Noticed Tenaeg the pandemonium lord
451952 | Zig:25   | Killed Banusch the pandemonium lord
451957 | Zig:25   | Killed Cinlibug the pandemonium lord
451958 | Zig:25   | Killed Qonwetas the pandemonium lord
451958 | Zig:25   | Killed Tygiwiez the pandemonium lord
451959 | Zig:25   | Noticed Siatzea the pandemonium lord
451959 | Zig:25   | Noticed Guepy the pandemonium lord
451959 | Zig:25   | Killed Upnedacku the pandemonium lord
451959 | Zig:25   | Killed Nypneil the pandemonium lord
451959 | Zig:25   | Killed Pofebeca the pandemonium lord
451959 | Zig:25   | Killed Jox Yxzo the pandemonium lord
451959 | Zig:25   | Killed Ykkeuloth the pandemonium lord
451959 | Zig:25   | Killed Holuemm the pandemonium lord
451959 | Zig:25   | Killed Takazi the pandemonium lord
451959 | Zig:25   | Killed Tenaeg the pandemonium lord
451959 | Zig:25   | Killed Guepy the pandemonium lord
451959 | Zig:25   | Killed Nabinaqu the pandemonium lord
451960 | Zig:25   | Noticed Wotas the pandemonium lord
451960 | Zig:25   | Noticed Hupn the pandemonium lord
451962 | Zig:25   | Noticed Lofito the pandemonium lord
451962 | Zig:25   | Noticed Ercha the pandemonium lord
451962 | Zig:25   | Noticed Usanal the pandemonium lord
451962 | Zig:25   | Killed Pymiah the pandemonium lord
451962 | Zig:25   | Killed Zuolax the pandemonium lord
451962 | Zig:25   | Killed Irusch the pandemonium lord
451963 | Zig:25   | Killed Siatzea the pandemonium lord
451964 | Zig:25   | Noticed Todesein the pandemonium lord
451964 | Zig:25   | Noticed Wuasic the pandemonium lord
451964 | Zig:25   | Noticed Milemmas the pandemonium lord
451964 | Zig:25   | Killed Hupn the pandemonium lord
451965 | Zig:25   | Noticed Qaacker the pandemonium lord
451966 | Zig:25   | Noticed Geunk the pandemonium lord
451967 | Zig:25   | Killed Wily the pandemonium lord
451967 | Zig:25   | Killed Usanal the pandemonium lord
451967 | Zig:25   | Killed Todesein the pandemonium lord
451968 | Zig:25   | Noticed Gicunkab the pandemonium lord
451968 | Zig:25   | Killed Wuasic the pandemonium lord
451968 | Zig:25   | Killed Bet Pam the pandemonium lord
451968 | Zig:25   | Killed Qaacker the pandemonium lord
451969 | Zig:25   | Noticed Sebbej the pandemonium lord
451969 | Zig:25   | Noticed Bonlaw the pandemonium lord
451970 | Zig:25   | Noticed Owotzoe the pandemonium lord
451971 | Zig:25   | Noticed Poidwaq the pandemonium lord
451971 | Zig:25   | Noticed Gais the pandemonium lord
451972 | Zig:25   | Noticed a juggernaut
451972 | Zig:25   | a golden dragon changed into a juggernaut
451972 | Zig:25   | Killed Ercha the pandemonium lord
451973 | Zig:25   | Noticed Luisuri the pandemonium lord
451975 | Zig:25   | Noticed Bothol the pandemonium lord
451975 | Zig:25   | Noticed Ojomnuegh the pandemonium lord
451976 | Zig:25   | Noticed Sumetoc the pandemonium lord
451977 | Zig:25   | Noticed Emmog the pandemonium lord
451978 | Zig:25   | Killed Gicunkab the pandemonium lord
451979 | Zig:25   | Noticed Harokey the pandemonium lord
451979 | Zig:25   | Killed Geunk the pandemonium lord
451979 | Zig:25   | Killed Xavy Hed the pandemonium lord
451979 | Zig:25   | Killed Ojomnuegh the pandemonium lord
451979 | Zig:25   | Killed Gubliu the pandemonium lord
451979 | Zig:25   | Killed Ynois the pandemonium lord
451980 | Zig:25   | Noticed Zearphew the pandemonium lord
451981 | Zig:25   | Noticed Ewkon the pandemonium lord
451981 | Zig:25   | Killed Wotas the pandemonium lord
451982 | Zig:25   | Noticed Idiunid the pandemonium lord
451983 | Zig:25   | Noticed Sutziqy the pandemonium lord
451983 | Zig:25   | Killed Sebbej the pandemonium lord
451983 | Zig:25   | Killed Lofito the pandemonium lord
451983 | Zig:25   | Killed Luisuri the pandemonium lord
451983 | Zig:25   | Killed Milemmas the pandemonium lord
451983 | Zig:25   | Killed Diaxkyl the pandemonium lord
451983 | Zig:25   | Killed Ewkon the pandemonium lord
451984 | Zig:25   | Killed Gais the pandemonium lord
451985 | Zig:25   | Noticed Lainky the pandemonium lord
451985 | Zig:25   | Killed Harokey the pandemonium lord
451985 | Zig:25   | Killed Emmog the pandemonium lord
451985 | Zig:25   | Killed Bonlaw the pandemonium lord
451986 | Zig:25   | Noticed Piraxuj the pandemonium lord
451986 | Zig:25   | Killed Idiunid the pandemonium lord
451986 | Zig:25   | Killed Sumetoc the pandemonium lord
451987 | Zig:25   | Killed Lani the pandemonium lord
451989 | Zig:25   | Killed Poidwaq the pandemonium lord
451989 | Zig:25   | Killed Bothol the pandemonium lord
451990 | Zig:25   | Noticed Isoru the pandemonium lord
451991 | Zig:25   | Killed Zearphew the pandemonium lord
451991 | Zig:25   | Killed Piraxuj the pandemonium lord
451991 | Zig:25   | Killed Sutziqy the pandemonium lord
451992 | Zig:25   | Noticed Udoebb the pandemonium lord
451992 | Zig:25   | Noticed Ketwuo the pandemonium lord
451992 | Zig:25   | Killed Sukuruon the pandemonium lord
451992 | Zig:25   | Killed Owotzoe the pandemonium lord
451992 | Zig:25   | Killed Isoru the pandemonium lord
451994 | Zig:25   | Noticed Liras the pandemonium lord
451994 | Zig:25   | Killed Ketwuo the pandemonium lord
451995 | Zig:25   | Noticed Ikhlox the pandemonium lord
451995 | Zig:25   | Noticed Roehuffi the pandemonium lord
451996 | Zig:25   | Noticed Ecot Ec Ong the pandemonium lord
451996 | Zig:25   | Killed Liras the pandemonium lord
451996 | Zig:25   | Killed Udoebb the pandemonium lord
451998 | Zig:25   | Noticed Barphic the pandemonium lord
451999 | Zig:25   | Noticed Meaph the pandemonium lord
451999 | Zig:25   | Killed Ecot Ec Ong the pandemonium lord
452000 | Zig:25   | Noticed Liorgh the pandemonium lord
452001 | Zig:25   | Noticed Vylel the pandemonium lord
452001 | Zig:25   | Killed Lainky the pandemonium lord
452003 | Zig:25   | Noticed Fuphetsitzi the pandemonium lord
452003 | Zig:25   | Noticed Kearr the pandemonium lord
452004 | Zig:25   | Noticed Cexox the pandemonium lord
452004 | Zig:25   | Noticed Ebobexeu the pandemonium lord
452004 | Zig:25   | Noticed Xatis the pandemonium lord
452008 | Zig:25   | Noticed Comuamy the pandemonium lord
452011 | Zig:25   | Noticed Tated the pandemonium lord
452012 | Zig:25   | Killed Liorgh the pandemonium lord
452012 | Zig:25   | Killed Meaph the pandemonium lord
452012 | Zig:25   | Killed Barphic the pandemonium lord
452014 | Zig:25   | Noticed Gyg Ymis the pandemonium lord
452016 | Zig:25   | Killed Cexox the pandemonium lord
452017 | Zig:25   | Killed Roehuffi the pandemonium lord
452021 | Zig:25   | Killed Kearr the pandemonium lord
452022 | Zig:25   | Killed Vylel the pandemonium lord
452022 | Zig:25   | Killed Gyg Ymis the pandemonium lord
452022 | Zig:25   | Killed Xatis the pandemonium lord
452023 | Zig:25   | Killed Olyocim the pandemonium lord
452024 | Zig:25   | Killed Tated the pandemonium lord
452024 | Zig:25   | Killed Comuamy the pandemonium lord
452025 | Zig:25   | Noticed Ynoahaim the pandemonium lord
452025 | Zig:25   | Killed Ebobexeu the pandemonium lord
452026 | Zig:25   | Noticed Peetax the pandemonium lord
452026 | Zig:25   | Killed Ikhlox the pandemonium lord
452027 | Zig:25   | Killed Fuphetsitzi the pandemonium lord
452028 | Zig:25   | Noticed Goredgh the pandemonium lord
452029 | Zig:25   | Noticed Guguema the pandemonium lord
452029 | Zig:25   | Noticed Galifur the pandemonium lord
452030 | Zig:25   | Noticed Qoop the pandemonium lord
452030 | Zig:25   | Noticed Semmurchi the pandemonium lord
452030 | Zig:25   | Noticed Esinocyr the pandemonium lord
452031 | Zig:25   | Killed Qinuup the pandemonium lord
452033 | Zig:25   | Noticed Nuacifibel the pandemonium lord
452036 | Zig:25   | Killed Esinocyr the pandemonium lord
452037 | Zig:25   | Killed Bies the pandemonium lord
452038 | Zig:25   | Killed Galifur the pandemonium lord
452038 | Zig:25   | Killed Semmurchi the pandemonium lord
452038 | Zig:25   | Killed Napu the pandemonium lord
452038 | Zig:25   | Killed Goredgh the pandemonium lord
452040 | Zig:25   | Noticed Xiuxyt the pandemonium lord
452040 | Zig:25   | Noticed Ohiral Bukka the pandemonium lord
452040 | Zig:25   | Killed Ynoahaim the pandemonium lord
452040 | Zig:25   | Killed Peetax the pandemonium lord
452041 | Zig:25   | Noticed Dematis the pandemonium lord
452041 | Zig:25   | Noticed Puekki Ewip the pandemonium lord
452041 | Zig:25   | Killed Kudoz the pandemonium lord
452042 | Zig:25   | Noticed Tuakur the pandemonium lord
452042 | Zig:25   | Noticed Helluh the pandemonium lord
452043 | Zig:25   | Killed Helluh the pandemonium lord
452043 | Zig:25   | Killed Qoop the pandemonium lord
452043 | Zig:25   | Killed Puekki Ewip the pandemonium lord
452043 | Zig:25   | Killed Nuacifibel the pandemonium lord
452044 | Zig:25   | Killed Guguema the pandemonium lord
452044 | Zig:25   | Killed Xiuxyt the pandemonium lord
452044 | Zig:25   | Killed Luasuch the pandemonium lord
452045 | Zig:25   | Noticed Faiqy Rugu the pandemonium lord
452045 | Zig:25   | Noticed Sofeal the pandemonium lord
452045 | Zig:25   | Killed Tuakur the pandemonium lord
452045 | Zig:25   | Killed Faiqy Rugu the pandemonium lord
452045 | Zig:25   | Killed Lash the pandemonium lord
452045 | Zig:25   | Killed Sofeal the pandemonium lord
452048 | Zig:25   | Noticed Qangouni the pandemonium lord
452050 | Zig:25   | Noticed Cabytu the pandemonium lord
452050 | Zig:25   | Killed Ohiral Bukka the pandemonium lord
452051 | Zig:25   | Noticed Zoffagi the pandemonium lord
452051 | Zig:25   | Noticed Urchorph the pandemonium lord
452051 | Zig:25   | Killed Zoffagi the pandemonium lord
452051 | Zig:25   | Killed Dematis the pandemonium lord
452052 | Zig:25   | Noticed Jasyasuiro the pandemonium lord
452052 | Zig:25   | Noticed Lusuneav the pandemonium lord
452052 | Zig:25   | Noticed Bestryst the pandemonium lord
452053 | Zig:25   | Noticed Mainluan the pandemonium lord
452053 | Zig:25   | Noticed Liliko Ziyso the pandemonium lord
452053 | Zig:25   | Killed Lusuneav the pandemonium lord
452053 | Zig:25   | Killed Zofameapn the pandemonium lord
452053 | Zig:25   | Killed Nech the pandemonium lord
452053 | Zig:25   | Killed Liliko Ziyso the pandemonium lord
452053 | Zig:25   | Killed Bestryst the pandemonium lord
452053 | Zig:25   | Killed Urchorph the pandemonium lord
452054 | Zig:25   | Killed Cabytu the pandemonium lord
452055 | Zig:25   | Killed Jasyasuiro the pandemonium lord
452056 | Zig:25   | Noticed Zostry the pandemonium lord
452056 | Zig:25   | Noticed Heruis the pandemonium lord
452056 | Zig:25   | Noticed Gotae the pandemonium lord
452056 | Zig:25   | Killed Zostry the pandemonium lord
452056 | Zig:25   | Killed Qangouni the pandemonium lord
452057 | Zig:25   | Noticed Cogejala the pandemonium lord
452058 | Zig:25   | Noticed Qadebul the pandemonium lord
452058 | Zig:25   | Noticed Bufejy the pandemonium lord
452058 | Zig:25   | Killed Qadebul the pandemonium lord
452058 | Zig:25   | Killed Fuucoze the pandemonium lord
452060 | Zig:25   | Killed Gotae the pandemonium lord
452060 | Zig:25   | Killed Heruis the pandemonium lord
452060 | Zig:25   | Killed Bufejy the pandemonium lord
452061 | Zig:25   | Killed Mainluan the pandemonium lord
452062 | Zig:25   | Noticed Yriuptub the pandemonium lord
452063 | Zig:25   | Killed Cohy the pandemonium lord
452063 | Zig:25   | Killed Xianikum the pandemonium lord
452064 | Zig:25   | Noticed Ijipt the pandemonium lord
452065 | Zig:25   | Killed Cogejala the pandemonium lord
452067 | Zig:25   | Noticed Raqa the pandemonium lord
452067 | Zig:25   | Noticed Inkaq the pandemonium lord
452067 | Zig:25   | Killed Yriuptub the pandemonium lord
452067 | Zig:25   | Killed Ijipt the pandemonium lord
452069 | Zig:25   | Killed Inkaq the pandemonium lord
452069 | Zig:25   | Killed Raqa the pandemonium lord
452070 | Zig:25   | Noticed Qaostrom the pandemonium lord
452071 | Zig:25   | Noticed Vedos the pandemonium lord
452071 | Zig:25   | Killed Qaostrom the pandemonium lord
452072 | Zig:25   | Noticed Xyhaumus the pandemonium lord
452072 | Zig:25   | Noticed Xakloc the pandemonium lord
452072 | Zig:25   | Noticed Baewil the pandemonium lord
452072 | Zig:25   | Killed Vedos the pandemonium lord
452073 | Zig:25   | Noticed Ruzugen the pandemonium lord
452073 | Zig:25   | Noticed Viod the pandemonium lord
452074 | Zig:25   | Noticed Vuthraumo the pandemonium lord
452074 | Zig:25   | Noticed Bomigapo the pandemonium lord
452075 | Zig:25   | Noticed Zowny the pandemonium lord
452076 | Zig:25   | Noticed Ymuunki the pandemonium lord
452077 | Zig:25   | Noticed Sigieclo the pandemonium lord
452077 | Zig:25   | Noticed Adesey the pandemonium lord
452077 | Zig:25   | Killed Nenemm the pandemonium lord
452077 | Zig:25   | Killed Zowny the pandemonium lord
452078 | Zig:25   | Noticed Weode the pandemonium lord
452078 | Zig:25   | Noticed Enkabluf the pandemonium lord
452079 | Zig:25   | Killed Ymuunki the pandemonium lord
452079 | Zig:25   | Killed Adesey the pandemonium lord
452080 | Zig:25   | Killed Enkabluf the pandemonium lord
452083 | Zig:25   | Killed Xakloc the pandemonium lord
452083 | Zig:25   | Killed Weode the pandemonium lord
452083 | Zig:25   | Killed Ruzugen the pandemonium lord
452085 | Zig:25   | Killed Vuthraumo the pandemonium lord
452085 | Zig:25   | Killed Coheostra the pandemonium lord
452085 | Zig:25   | Killed Viod the pandemonium lord
452089 | Zig:25   | Noticed Jesulahe the pandemonium lord
452089 | Zig:25   | Killed Bomigapo the pandemonium lord
452089 | Zig:25   | Killed Baewil the pandemonium lord
452090 | Zig:25   | Killed Xyhaumus the pandemonium lord
452091 | Zig:25   | Killed Sigieclo the pandemonium lord
452093 | Zig:25   | Noticed Fiubb the pandemonium lord
452093 | Zig:25   | Killed Jesulahe the pandemonium lord
452098 | Zig:25   | Noticed Ucwutren the pandemonium lord
452098 | Zig:25   | Noticed Xeqalei the pandemonium lord
452099 | Zig:25   | Killed Meseluf the pandemonium lord
452101 | Zig:25   | Noticed Kaanuow the pandemonium lord
452101 | Zig:25   | Killed Xeqalei the pandemonium lord
452102 | Zig:25   | Noticed Kaggoecy the pandemonium lord
452104 | Zig:25   | Killed Fiubb the pandemonium lord
452106 | Zig:25   | Killed Ucwutren the pandemonium lord
452106 | Zig:25   | Killed Kaggoecy the pandemonium lord
452107 | Zig:25   | Noticed Divvusie the pandemonium lord
452108 | Zig:25   | Noticed Suqu the pandemonium lord
452108 | Zig:25   | Killed Kaanuow the pandemonium lord
452110 | Zig:25   | Killed Divvusie the pandemonium lord
452110 | Zig:25   | Killed Suqu the pandemonium lord
452114 | Zig:25   | Noticed Putudaki the pandemonium lord
452115 | Zig:25   | Killed Fyrchuto the pandemonium lord
452116 | Zig:25   | Noticed Vopus the pandemonium lord
452118 | Zig:25   | Killed Putudaki the pandemonium lord
452119 | Zig:25   | Noticed Dodd the pandemonium lord
452119 | Zig:25   | Noticed Seseatirr the pandemonium lord
452119 | Zig:25   | Noticed Vyunwump the pandemonium lord
452121 | Zig:25   | Killed Vopus the pandemonium lord
452122 | Zig:25   | Killed Dodd the pandemonium lord
452122 | Zig:25   | Killed Vyunwump the pandemonium lord
452123 | Zig:25   | Noticed Sako the pandemonium lord
452124 | Zig:25   | Killed Seseatirr the pandemonium lord
452127 | Zig:25   | Killed Sako the pandemonium lord
452129 | Zig:25   | Killed Fozyod Xaliss the pandemonium lord
452203 | Zig:25   | Got a slimy granite ring
452223 | Zig:25   | Got a sparkling golden ring
452225 | Zig:25   | Identified the ring of Aduorcha {rF+ MR+ MP+9 Str-4 Dex+3} (You found it on level 25 of a ziggurat)
452234 | Zig:25   | Identified the Collected Works on Boosting Air
452235 | Zig:25   | Identified the Catalogue of the Birds
452244 | Zig:25   | Got a heavily runed granite ring
452245 | Zig:25   | Identified the ring "Tuext" {rF- MR+++ EV+3 Dex+4} (You found it on level 25 of a ziggurat)
452256 | Zig:25   | Identified the Grimoire of Quantum Black Arts
452313 | Zig:25   | Identified the +1 pair of boots "Uguenont" {-Tele rPois rC+ Regen+} (You found it on level 25 of a ziggurat)
452316 | Zig:25   | Identified the +0 cloak of the Endless Expanse {Int+4 Dex+4} (You found it on level 25 of a ziggurat)
452532 | Zig:26   | Entered Level 26 of a ziggurat
452793 | Zig:26   | Got a vibrating steel ring
452795 | Zig:26   | Identified the ring of the Saviour {EV+5 Slay+5 Stlth+} (You found it on level 26 of a ziggurat)
452953 | Zig:26   | Got a fine platinum ring
452955 | Zig:26   | Identified the ring "Dofieffe" {+Fly rN+++ MP+9 Slay-5 SInv} (You found it on level 26 of a ziggurat)
453078 | Zig:27   | Entered Level 27 of a ziggurat
453289 | Zig:27   | Got a clouded iron ring
453291 | Zig:27   | Identified the ring "Jami" {rF+ MR+ AC+3 Int-4 Stlth+} (You found it on level 27 of a ziggurat)
453300 | Zig:27   | Got a scorched amber ring
453301 | Zig:27   | Identified the ring "Habemoj" {rCorr +Blink rN+ Dex+2} (You found it on level 27 of a ziggurat)
453305 | Zig:27   | Got a shimmering bronze ring
453306 | Zig:27   | Identified the ring "Adone" {rF+ rN+ Slay+3} (You found it on level 27 of a ziggurat)
453311 | Zig:27   | Got a smoking wooden ring
453312 | Zig:27   | Identified the ring of Nideal {rElec Int+3 Dex+2 Slay+3 Stlth-} (You found it on level 27 of a ziggurat)
453450 | Depths:1 | Identified the ring "Lyimis" {rC++ MR+ Str+2} (You found it on level 25 of a ziggurat)
453511 | Depths:2 | Identified the +0 hat of Zin's Supremacy {Stlth+} (You acquired it on level 2 of the Depths)
453512 | Depths:2 | Identified the +1 pair of gloves of Hadweom {rPois Regen+ Dex-5} (You acquired it on level 2 of the Depths)
453513 | Depths:2 | Identified the +0 hat of Death's Door {-Cast rC++ Regen+ Int+3} (You acquired it on level 2 of the Depths)
453514 | Depths:2 | Identified the +0 crystal plate armour of Pleasant Breezes {rC+ MP+9 Str+3 Dex+3} (You acquired it on level 2 of the Depths)
453515 | Depths:2 | Identified the +0 pair of gloves of Ashenzari's Vengeance {rF- MR++ rCorr Dex+2} (You acquired it on level 2 of the Depths)
453567 | Zig:1    | Entered Level 1 of a ziggurat
453605 | Zig:2    | Entered Level 2 of a ziggurat
453664 | Zig:3    | Entered Level 3 of a ziggurat
453709 | Zig:4    | Entered Level 4 of a ziggurat
453769 | Zig:4    | Got a slimy silver amulet
453770 | Zig:4    | Identified the amulet of the Jester {+Blink +Rage rF+++ MR- Str-4 Dex+2} (You found it on level 4 of a ziggurat)
453787 | Zig:5    | Entered Level 5 of a ziggurat
453872 | Zig:6    | Entered Level 6 of a ziggurat
453905 | Zig:6    | Got a pitted copper ring
453907 | Zig:6    | Identified the ring "Sogeaw" {+Blink rF++ Str+4 Dex-5 Stlth+} (You found it on level 6 of a ziggurat)
453941 | Zig:7    | Entered Level 7 of a ziggurat
453941 | Zig:7    | Noticed a greater mummy
453941 | Zig:7    | Noticed a greater mummy
453941 | Zig:7    | Noticed a greater mummy
453941 | Zig:7    | Noticed a greater mummy
453941 | Zig:7    | Noticed a greater mummy
453941 | Zig:7    | Noticed a greater mummy
453941 | Zig:7    | Noticed a greater mummy
453943 | Zig:7    | Noticed a greater mummy
453944 | Zig:7    | Killed a greater mummy
453944 | Zig:7    | Killed a greater mummy
453944 | Zig:7    | Killed a greater mummy
453944 | Zig:7    | Killed a greater mummy
453945 | Zig:7    | Noticed a greater mummy
453945 | Zig:7    | Noticed a greater mummy
453945 | Zig:7    | Noticed a greater mummy
453945 | Zig:7    | Killed a greater mummy
453945 | Zig:7    | Killed a greater mummy
453946 | Zig:7    | Noticed a greater mummy
453946 | Zig:7    | Killed a greater mummy
453947 | Zig:7    | Noticed a greater mummy
453947 | Zig:7    | Noticed a greater mummy
453948 | Zig:7    | Killed a greater mummy
453948 | Zig:7    | Killed a greater mummy
453949 | Zig:7    | Noticed a greater mummy
453949 | Zig:7    | Noticed a greater mummy
453950 | Zig:7    | Noticed a greater mummy
453950 | Zig:7    | Noticed a greater mummy
453951 | Zig:7    | Noticed a greater mummy
453951 | Zig:7    | Killed a greater mummy
453951 | Zig:7    | Killed a greater mummy
453951 | Zig:7    | Killed a greater mummy
453952 | Zig:7    | Killed a greater mummy
453952 | Zig:7    | Killed a greater mummy
453952 | Zig:7    | Killed a greater mummy
453952 | Zig:7    | Killed a greater mummy
453952 | Zig:7    | Killed a greater mummy
453953 | Zig:7    | Killed a greater mummy
453954 | Zig:7    | Killed a greater mummy
453983 | Zig:7    | Got a twitching tin ring
453985 | Zig:7    | Identified the ring "Ippiec" {Slay+3 Stlth-} (You found it on level 7 of a ziggurat)
454028 | Zig:8    | Entered Level 8 of a ziggurat
454213 | Zig:9    | Entered Level 9 of a ziggurat
454213 | Zig:9    | Noticed an ancient lich
454213 | Zig:9    | Noticed an ancient lich
454213 | Zig:9    | Noticed an ancient lich
454213 | Zig:9    | Noticed an ancient lich
454213 | Zig:9    | Noticed an ancient lich
454213 | Zig:9    | Noticed an ancient lich
454213 | Zig:9    | Noticed an ancient lich
454213 | Zig:9    | Noticed an ancient lich
454213 | Zig:9    | Noticed an ancient lich
454213 | Zig:9    | Noticed an ancient lich
454213 | Zig:9    | Noticed an ancient lich
454214 | Zig:9    | Killed an ancient lich
454214 | Zig:9    | Killed an ancient lich
454214 | Zig:9    | Noticed an ancient lich
454215 | Zig:9    | Noticed an ancient lich
454215 | Zig:9    | Noticed an ancient lich
454215 | Zig:9    | Noticed an ancient lich
454215 | Zig:9    | Killed an ancient lich
454215 | Zig:9    | Killed an ancient lich
454215 | Zig:9    | Killed an ancient lich
454215 | Zig:9    | Killed an ancient lich
454215 | Zig:9    | Killed an ancient lich
454215 | Zig:9    | Killed an ancient lich
454215 | Zig:9    | Killed an ancient lich
454215 | Zig:9    | Killed an ancient lich
454215 | Zig:9    | Killed an ancient lich
454215 | Zig:9    | Killed an ancient lich
454215 | Zig:9    | Killed an ancient lich
454215 | Zig:9    | Killed an ancient lich
454215 | Zig:9    | Killed an ancient lich
454216 | Zig:9    | Noticed an ancient lich
454216 | Zig:9    | Killed an ancient lich
454217 | Zig:9    | Noticed an ancient lich
454218 | Zig:9    | Noticed an ancient lich
454219 | Zig:9    | Noticed an ancient lich
454220 | Zig:9    | Noticed an ancient lich
454221 | Zig:9    | Noticed an ancient lich
454221 | Zig:9    | Noticed an ancient lich
454221 | Zig:9    | Noticed an ancient lich
454221 | Zig:9    | Noticed an ancient lich
454221 | Zig:9    | Killed an ancient lich
454222 | Zig:9    | Killed an ancient lich
454223 | Zig:9    | Noticed an ancient lich
454223 | Zig:9    | Noticed an ancient lich
454223 | Zig:9    | Noticed an ancient lich
454223 | Zig:9    | Noticed an ancient lich
454224 | Zig:9    | Noticed an ancient lich
454224 | Zig:9    | Noticed an ancient lich
454224 | Zig:9    | Noticed an ancient lich
454224 | Zig:9    | Noticed an ancient lich
454225 | Zig:9    | Noticed an ancient lich
454225 | Zig:9    | Killed an ancient lich
454225 | Zig:9    | Killed an ancient lich
454225 | Zig:9    | Killed an ancient lich
454225 | Zig:9    | Killed an ancient lich
454225 | Zig:9    | Killed an ancient lich
454225 | Zig:9    | Killed an ancient lich
454225 | Zig:9    | Killed an ancient lich
454225 | Zig:9    | Killed an ancient lich
454225 | Zig:9    | Killed an ancient lich
454225 | Zig:9    | Killed an ancient lich
454226 | Zig:9    | Noticed an ancient lich
454226 | Zig:9    | Killed an ancient lich
454226 | Zig:9    | Killed an ancient lich
454226 | Zig:9    | Killed an ancient lich
454226 | Zig:9    | Killed an ancient lich
454227 | Zig:9    | Noticed an ancient lich
454228 | Zig:9    | Noticed an ancient lich
454230 | Zig:9    | Noticed an ancient lich
454230 | Zig:9    | Killed an ancient lich
454231 | Zig:9    | Noticed an ancient lich
454231 | Zig:9    | Killed an ancient lich
454232 | Zig:9    | Killed an ancient lich
454232 | Zig:9    | Killed an ancient lich
454235 | Zig:9    | Killed an ancient lich
454235 | Zig:9    | Killed an ancient lich
454249 | Zig:9    | Got a wavering tin ring
454251 | Zig:9    | Identified the ring "Cideamor" {rElec rF- AC+5 Str-2 Int+9} (You found it on level 9 of a ziggurat)
454355 | Zig:10   | Entered Level 10 of a ziggurat
454355 | Zig:10   | Noticed a juggernaut
454355 | Zig:10   | Noticed a juggernaut
454355 | Zig:10   | Noticed a juggernaut
454355 | Zig:10   | Noticed a juggernaut
454355 | Zig:10   | Noticed a juggernaut
454355 | Zig:10   | Noticed a juggernaut
454355 | Zig:10   | Noticed a juggernaut
454355 | Zig:10   | Noticed a juggernaut
454355 | Zig:10   | Noticed a juggernaut
454355 | Zig:10   | Noticed a juggernaut
454355 | Zig:10   | Noticed a juggernaut
454355 | Zig:10   | Noticed a juggernaut
454355 | Zig:10   | Noticed a juggernaut
454358 | Zig:10   | Noticed a juggernaut
454360 | Zig:10   | Noticed a juggernaut
454360 | Zig:10   | Noticed a juggernaut
454362 | Zig:10   | Noticed a juggernaut
454362 | Zig:10   | Killed a juggernaut
454362 | Zig:10   | Killed a juggernaut
454362 | Zig:10   | Killed a juggernaut
454362 | Zig:10   | Killed a juggernaut
454362 | Zig:10   | Killed a juggernaut
454362 | Zig:10   | Killed a juggernaut
454362 | Zig:10   | Killed a juggernaut
454362 | Zig:10   | Killed a juggernaut
454362 | Zig:10   | Killed a juggernaut
454362 | Zig:10   | Killed a juggernaut
454362 | Zig:10   | Killed a juggernaut
454362 | Zig:10   | Killed a juggernaut
454362 | Zig:10   | Killed a juggernaut
454362 | Zig:10   | Killed a juggernaut
454362 | Zig:10   | Killed a juggernaut
454362 | Zig:10   | Killed a juggernaut
454363 | Zig:10   | Noticed a juggernaut
454363 | Zig:10   | Noticed a juggernaut
454363 | Zig:10   | Noticed a juggernaut
454363 | Zig:10   | Noticed a juggernaut
454364 | Zig:10   | Noticed a juggernaut
454364 | Zig:10   | Noticed a juggernaut
454364 | Zig:10   | Noticed a juggernaut
454364 | Zig:10   | Noticed a juggernaut
454364 | Zig:10   | Noticed a juggernaut
454364 | Zig:10   | Noticed a juggernaut
454365 | Zig:10   | Noticed a juggernaut
454365 | Zig:10   | Noticed a juggernaut
454365 | Zig:10   | Noticed a juggernaut
454366 | Zig:10   | Noticed a juggernaut
454366 | Zig:10   | Noticed a juggernaut
454368 | Zig:10   | Noticed a juggernaut
454369 | Zig:10   | Noticed a juggernaut
454370 | Zig:10   | Noticed a juggernaut
454370 | Zig:10   | Killed a juggernaut
454370 | Zig:10   | Killed a juggernaut
454370 | Zig:10   | Killed a juggernaut
454370 | Zig:10   | Killed a juggernaut
454370 | Zig:10   | Killed a juggernaut
454370 | Zig:10   | Killed a juggernaut
454370 | Zig:10   | Killed a juggernaut
454370 | Zig:10   | Killed a juggernaut
454370 | Zig:10   | Killed a juggernaut
454370 | Zig:10   | Killed a juggernaut
454370 | Zig:10   | Killed a juggernaut
454370 | Zig:10   | Killed a juggernaut
454370 | Zig:10   | Killed a juggernaut
454370 | Zig:10   | Killed a juggernaut
454370 | Zig:10   | Killed a juggernaut
454370 | Zig:10   | Killed a juggernaut
454370 | Zig:10   | Killed a juggernaut
454370 | Zig:10   | Killed a juggernaut
454371 | Zig:10   | Noticed a juggernaut
454371 | Zig:10   | Noticed a juggernaut
454372 | Zig:10   | Noticed a juggernaut
454372 | Zig:10   | Noticed a juggernaut
454372 | Zig:10   | Noticed a juggernaut
454372 | Zig:10   | Noticed a juggernaut
454372 | Zig:10   | Noticed a juggernaut
454373 | Zig:10   | Noticed a juggernaut
454373 | Zig:10   | Noticed a juggernaut
454374 | Zig:10   | Noticed a juggernaut
454376 | Zig:10   | Noticed a juggernaut
454376 | Zig:10   | Noticed a juggernaut
454376 | Zig:10   | Killed a juggernaut
454378 | Zig:10   | Killed a juggernaut
454378 | Zig:10   | Killed a juggernaut
454378 | Zig:10   | Killed a juggernaut
454378 | Zig:10   | Killed a juggernaut
454378 | Zig:10   | Killed a juggernaut
454378 | Zig:10   | Killed a juggernaut
454378 | Zig:10   | Killed a juggernaut
454378 | Zig:10   | Killed a juggernaut
454379 | Zig:10   | Noticed a juggernaut
454379 | Zig:10   | Noticed a juggernaut
454379 | Zig:10   | Killed a juggernaut
454382 | Zig:10   | Killed a juggernaut
454384 | Zig:10   | Killed a juggernaut
454384 | Zig:10   | Killed a juggernaut
454384 | Zig:10   | Killed a juggernaut
454386 | Zig:10   | Noticed a juggernaut
454388 | Zig:10   | Noticed a juggernaut
454393 | Zig:10   | Killed a juggernaut
454393 | Zig:10   | Killed a juggernaut
454393 | Zig:10   | Killed a juggernaut
454534 | Zig:10   | Identified the Tome of Curses
454572 | Zig:10   | Identified the +2 helmet of Refuge {Dex+4} (You found it on level 10 of a ziggurat)
454594 | Zig:10   | Identified the Handbook of Confrontation and the Arsonist
454603 | Zig:11   | Entered Level 11 of a ziggurat
454603 | Zig:11   | Noticed an ancient lich
454603 | Zig:11   | Noticed an ancient lich
454603 | Zig:11   | Noticed an ancient lich
454603 | Zig:11   | Noticed an ancient lich
454603 | Zig:11   | Noticed an ancient lich
454603 | Zig:11   | Noticed an ancient lich
454603 | Zig:11   | Noticed an ancient lich
454603 | Zig:11   | Noticed an ancient lich
454603 | Zig:11   | Noticed an ancient lich
454603 | Zig:11   | Noticed an ancient lich
454603 | Zig:11   | Noticed an ancient lich
454603 | Zig:11   | Noticed an ancient lich
454603 | Zig:11   | Noticed an ancient lich
454603 | Zig:11   | Noticed an ancient lich
454603 | Zig:11   | Noticed an ancient lich
454604 | Zig:11   | Killed an ancient lich
454604 | Zig:11   | Killed an ancient lich
454604 | Zig:11   | Killed an ancient lich
454604 | Zig:11   | Killed an ancient lich
454604 | Zig:11   | Killed an ancient lich
454605 | Zig:11   | Killed an ancient lich
454605 | Zig:11   | Killed an ancient lich
454605 | Zig:11   | Killed an ancient lich
454605 | Zig:11   | Killed an ancient lich
454605 | Zig:11   | Killed an ancient lich
454605 | Zig:11   | Killed an ancient lich
454605 | Zig:11   | Killed an ancient lich
454605 | Zig:11   | Killed an ancient lich
454605 | Zig:11   | Killed an ancient lich
454605 | Zig:11   | Killed an ancient lich
454608 | Zig:11   | Noticed an ancient lich
454608 | Zig:11   | Noticed an ancient lich
454610 | Zig:11   | Noticed an ancient lich
454610 | Zig:11   | Noticed an ancient lich
454611 | Zig:11   | Noticed an ancient lich
454611 | Zig:11   | Noticed an ancient lich
454612 | Zig:11   | Noticed an ancient lich
454612 | Zig:11   | Noticed an ancient lich
454612 | Zig:11   | Noticed an ancient lich
454613 | Zig:11   | Noticed an ancient lich
454613 | Zig:11   | Noticed an ancient lich
454613 | Zig:11   | Noticed an ancient lich
454613 | Zig:11   | Noticed an ancient lich
454613 | Zig:11   | Noticed an ancient lich
454613 | Zig:11   | Noticed an ancient lich
454614 | Zig:11   | Killed an ancient lich
454614 | Zig:11   | Killed an ancient lich
454614 | Zig:11   | Killed an ancient lich
454614 | Zig:11   | Killed an ancient lich
454614 | Zig:11   | Killed an ancient lich
454614 | Zig:11   | Killed an ancient lich
454614 | Zig:11   | Killed an ancient lich
454614 | Zig:11   | Killed an ancient lich
454614 | Zig:11   | Killed an ancient lich
454614 | Zig:11   | Killed an ancient lich
454614 | Zig:11   | Killed an ancient lich
454617 | Zig:11   | Noticed an ancient lich
454617 | Zig:11   | Noticed an ancient lich
454618 | Zig:11   | Noticed an ancient lich
454618 | Zig:11   | Noticed an ancient lich
454618 | Zig:11   | Killed an ancient lich
454618 | Zig:11   | Killed an ancient lich
454619 | Zig:11   | Noticed an ancient lich
454619 | Zig:11   | Killed an ancient lich
454619 | Zig:11   | Noticed an ancient lich
454619 | Zig:11   | Noticed an ancient lich
454619 | Zig:11   | Noticed an ancient lich
454620 | Zig:11   | Noticed an ancient lich
454620 | Zig:11   | Noticed an ancient lich
454620 | Zig:11   | Noticed an ancient lich
454620 | Zig:11   | Noticed an ancient lich
454620 | Zig:11   | Noticed an ancient lich
454620 | Zig:11   | Killed an ancient lich
454620 | Zig:11   | Killed an ancient lich
454622 | Zig:11   | Killed an ancient lich
454622 | Zig:11   | Killed an ancient lich
454622 | Zig:11   | Killed an ancient lich
454622 | Zig:11   | Killed an ancient lich
454622 | Zig:11   | Killed an ancient lich
454622 | Zig:11   | Killed an ancient lich
454622 | Zig:11   | Killed an ancient lich
454623 | Zig:11   | Killed an ancient lich
454623 | Zig:11   | Killed an ancient lich
454623 | Zig:11   | Killed an ancient lich
454623 | Zig:11   | Killed an ancient lich
454627 | Zig:11   | Killed an ancient lich
454759 | Zig:12   | Entered Level 12 of a ziggurat
454855 | Zig:12   | Got a slimy platinum amulet
454856 | Zig:12   | Identified the amulet of False Pretenses {Harm *Drain rC+} (You found it on level 12 of a ziggurat)
454862 | Zig:12   | Got a fine marble ring
454864 | Zig:12   | Identified the ring of Temptation {Str+5 Int+4 Stlth-} (You found it on level 12 of a ziggurat)
454967 | Zig:13   | Entered Level 13 of a ziggurat
455060 | Zig:13   | Got a heavily runed amber ring
455062 | Zig:13   | Identified the ring of Otuhaz {+Fly Str+5} (You found it on level 13 of a ziggurat)
455086 | Zig:13   | Identified the Volume of Cold and the Escort
455213 | Zig:14   | Entered Level 14 of a ziggurat
455295 | Zig:14   | Got a vibrating golden ring
455297 | Zig:14   | Identified the ring "Kurphi Xoyck" {*Drain rPois Slay+5} (You found it on level 14 of a ziggurat)
455473 | Zig:14   | Identified the Disquisition on Weightlessness and Ignition
455506 | Zig:14   | Got a clouded silver amulet
455507 | Zig:14   | Identified the amulet of Relativism {+Rage MR+ Dex+3} (You found it on level 14 of a ziggurat)
455519 | Zig:14   | Got a pitted steel amulet
455520 | Zig:14   | Identified the amulet of Xom's Absentmindedness {Harm *Drain rC+} (You found it on level 14 of a ziggurat)
455583 | Zig:14   | Identified the +7 quick blade "Feiruamm" {freeze, rPois} (You found it on level 14 of a ziggurat)
455598 | Zig:15   | Entered Level 15 of a ziggurat
455598 | Zig:15   | Noticed a greater mummy
455598 | Zig:15   | Noticed a greater mummy
455598 | Zig:15   | Noticed a greater mummy
455598 | Zig:15   | Noticed a greater mummy
455598 | Zig:15   | Noticed a greater mummy
455598 | Zig:15   | Noticed a greater mummy
455598 | Zig:15   | Noticed a greater mummy
455598 | Zig:15   | Noticed a greater mummy
455598 | Zig:15   | Noticed a greater mummy
455598 | Zig:15   | Noticed a greater mummy
455598 | Zig:15   | Noticed a greater mummy
455598 | Zig:15   | Noticed a greater mummy
455598 | Zig:15   | Noticed a greater mummy
455600 | Zig:15   | Noticed a greater mummy
455600 | Zig:15   | Noticed a greater mummy
455600 | Zig:15   | Noticed a greater mummy
455600 | Zig:15   | Killed a greater mummy
455600 | Zig:15   | Killed a greater mummy
455600 | Zig:15   | Killed a greater mummy
455601 | Zig:15   | Noticed a greater mummy
455601 | Zig:15   | Noticed a greater mummy
455601 | Zig:15   | Noticed a greater mummy
455601 | Zig:15   | Killed a greater mummy
455601 | Zig:15   | Killed a greater mummy
455601 | Zig:15   | Killed a greater mummy
455602 | Zig:15   | Noticed a greater mummy
455602 | Zig:15   | Killed a greater mummy
455602 | Zig:15   | Killed a greater mummy
455602 | Zig:15   | Killed a greater mummy
455602 | Zig:15   | Killed a greater mummy
455602 | Zig:15   | Killed a greater mummy
455602 | Zig:15   | Killed a greater mummy
455603 | Zig:15   | Killed a greater mummy
455604 | Zig:15   | Noticed a greater mummy
455604 | Zig:15   | Noticed a greater mummy
455604 | Zig:15   | Killed a greater mummy
455604 | Zig:15   | Killed a greater mummy
455604 | Zig:15   | Killed a greater mummy
455604 | Zig:15   | Killed a greater mummy
455604 | Zig:15   | Killed a greater mummy
455604 | Zig:15   | Killed a greater mummy
455605 | Zig:15   | Noticed a greater mummy
455608 | Zig:15   | Killed a greater mummy
455608 | Zig:15   | Killed a greater mummy
455608 | Zig:15   | Killed a greater mummy
455608 | Zig:15   | Killed a greater mummy
455609 | Zig:15   | Noticed a greater mummy
455609 | Zig:15   | Noticed a greater mummy
455609 | Zig:15   | Noticed a greater mummy
455609 | Zig:15   | Noticed a greater mummy
455609 | Zig:15   | Noticed a greater mummy
455610 | Zig:15   | Noticed a greater mummy
455610 | Zig:15   | Noticed a greater mummy
455610 | Zig:15   | Noticed a greater mummy
455610 | Zig:15   | Noticed a greater mummy
455610 | Zig:15   | Noticed a greater mummy
455610 | Zig:15   | Noticed a greater mummy
455610 | Zig:15   | Noticed a greater mummy
455610 | Zig:15   | Noticed a greater mummy
455610 | Zig:15   | Noticed a greater mummy
455610 | Zig:15   | Noticed a greater mummy
455611 | Zig:15   | Noticed a greater mummy
455611 | Zig:15   | Noticed a greater mummy
455611 | Zig:15   | Noticed a greater mummy
455611 | Zig:15   | Noticed a greater mummy
455613 | Zig:15   | Noticed a greater mummy
455613 | Zig:15   | Killed a greater mummy
455613 | Zig:15   | Killed a greater mummy
455613 | Zig:15   | Killed a greater mummy
455614 | Zig:15   | Noticed a greater mummy
455614 | Zig:15   | Noticed a greater mummy
455614 | Zig:15   | Noticed a greater mummy
455614 | Zig:15   | Killed a greater mummy
455614 | Zig:15   | Killed a greater mummy
455614 | Zig:15   | Killed a greater mummy
455614 | Zig:15   | Killed a greater mummy
455614 | Zig:15   | Killed a greater mummy
455614 | Zig:15   | Killed a greater mummy
455614 | Zig:15   | Killed a greater mummy
455614 | Zig:15   | Killed a greater mummy
455614 | Zig:15   | Killed a greater mummy
455614 | Zig:15   | Killed a greater mummy
455614 | Zig:15   | Killed a greater mummy
455615 | Zig:15   | Noticed a greater mummy
455615 | Zig:15   | Noticed a greater mummy
455616 | Zig:15   | Killed a greater mummy
455616 | Zig:15   | Killed a greater mummy
455617 | Zig:15   | Noticed a greater mummy
455617 | Zig:15   | Killed a greater mummy
455617 | Zig:15   | Killed a greater mummy
455617 | Zig:15   | Killed a greater mummy
455618 | Zig:15   | Noticed a greater mummy
455618 | Zig:15   | Killed a greater mummy
455619 | Zig:15   | Noticed a greater mummy
455619 | Zig:15   | Noticed a greater mummy
455619 | Zig:15   | Noticed a greater mummy
455619 | Zig:15   | Killed a greater mummy
455619 | Zig:15   | Killed a greater mummy
455619 | Zig:15   | Killed a greater mummy
455619 | Zig:15   | Killed a greater mummy
455620 | Zig:15   | Noticed a greater mummy
455620 | Zig:15   | Noticed a greater mummy
455622 | Zig:15   | Noticed a greater mummy
455623 | Zig:15   | Noticed a greater mummy
455623 | Zig:15   | Killed a greater mummy
455624 | Zig:15   | Noticed a greater mummy
455624 | Zig:15   | Killed a greater mummy
455624 | Zig:15   | Killed a greater mummy
455624 | Zig:15   | Killed a greater mummy
455625 | Zig:15   | Killed a greater mummy
455625 | Zig:15   | Killed a greater mummy
455625 | Zig:15   | Killed a greater mummy
455625 | Zig:15   | Killed a greater mummy
455626 | Zig:15   | Killed a greater mummy
455628 | Zig:15   | Killed a greater mummy
455630 | Zig:15   | Killed a greater mummy
455654 | Zig:15   | Got a slimy glass ring
455656 | Zig:15   | Identified the ring of Resumed Hostilities {+Fly rPois rC- MR+ Str+3} (You found it on level 15 of a ziggurat)
455669 | Zig:15   | Got a heavily runed brass ring
455670 | Zig:15   | Identified the ring of Gekifip {*Tele rC+} (You found it on level 15 of a ziggurat)
455679 | Zig:15   | Got a translucent bone amulet
455680 | Zig:15   | Identified the amulet of Efepputu {RegenMP Int-4 Dex+3 Slay+4} (You found it on level 15 of a ziggurat)
455688 | Zig:15   | Identified the Reference Book on Displacement and the Escort
455699 | Zig:15   | Got a glittering golden amulet
455700 | Zig:15   | Identified the amulet of Befrial {Spirit rPois rN+ Dex+2 Stlth+} (You found it on level 15 of a ziggurat)
455754 | Zig:16   | Entered Level 16 of a ziggurat
455754 | Zig:16   | Noticed a greater mummy
455754 | Zig:16   | Noticed a greater mummy
455754 | Zig:16   | Noticed a greater mummy
455754 | Zig:16   | Noticed a greater mummy
455754 | Zig:16   | Noticed a greater mummy
455754 | Zig:16   | Noticed a greater mummy
455754 | Zig:16   | Noticed a greater mummy
455754 | Zig:16   | Noticed a greater mummy
455754 | Zig:16   | Noticed a greater mummy
455754 | Zig:16   | Noticed a greater mummy
455754 | Zig:16   | Noticed a greater mummy
455754 | Zig:16   | Noticed a greater mummy
455756 | Zig:16   | Noticed a greater mummy
455756 | Zig:16   | Noticed a greater mummy
455756 | Zig:16   | Noticed a greater mummy
455756 | Zig:16   | Killed a greater mummy
455756 | Zig:16   | Killed a greater mummy
455756 | Zig:16   | Killed a greater mummy
455756 | Zig:16   | Killed a greater mummy
455756 | Zig:16   | Killed a greater mummy
455756 | Zig:16   | Killed a greater mummy
455756 | Zig:16   | Killed a greater mummy
455756 | Zig:16   | Killed a greater mummy
455757 | Zig:16   | Noticed a greater mummy
455757 | Zig:16   | Noticed a greater mummy
455757 | Zig:16   | Killed a greater mummy
455758 | Zig:16   | Noticed a greater mummy
455758 | Zig:16   | Noticed a greater mummy
455758 | Zig:16   | Killed a greater mummy
455759 | Zig:16   | Noticed a greater mummy
455759 | Zig:16   | Noticed a greater mummy
455759 | Zig:16   | Noticed a greater mummy
455759 | Zig:16   | Noticed a greater mummy
455759 | Zig:16   | Killed a greater mummy
455760 | Zig:16   | Noticed a greater mummy
455760 | Zig:16   | Killed a greater mummy
455760 | Zig:16   | Killed a greater mummy
455760 | Zig:16   | Killed a greater mummy
455760 | Zig:16   | Killed a greater mummy
455761 | Zig:16   | Noticed a greater mummy
455761 | Zig:16   | Noticed a greater mummy
455761 | Zig:16   | Noticed a greater mummy
455761 | Zig:16   | Noticed a greater mummy
455761 | Zig:16   | Noticed a greater mummy
455761 | Zig:16   | Killed a greater mummy
455761 | Zig:16   | Killed a greater mummy
455762 | Zig:16   | Noticed a greater mummy
455762 | Zig:16   | Noticed a greater mummy
455762 | Zig:16   | Noticed a greater mummy
455762 | Zig:16   | Noticed a greater mummy
455762 | Zig:16   | Noticed a greater mummy
455762 | Zig:16   | Noticed a greater mummy
455762 | Zig:16   | Noticed a greater mummy
455762 | Zig:16   | Killed a greater mummy
455762 | Zig:16   | Killed a greater mummy
455762 | Zig:16   | Killed a greater mummy
455763 | Zig:16   | Noticed a greater mummy
455763 | Zig:16   | Noticed a greater mummy
455763 | Zig:16   | Noticed a greater mummy
455763 | Zig:16   | Noticed a greater mummy
455764 | Zig:16   | Noticed a greater mummy
455764 | Zig:16   | Killed a greater mummy
455764 | Zig:16   | Killed a greater mummy
455764 | Zig:16   | Killed a greater mummy
455764 | Zig:16   | Killed a greater mummy
455764 | Zig:16   | Killed a greater mummy
455765 | Zig:16   | Noticed a greater mummy
455765 | Zig:16   | Noticed a greater mummy
455765 | Zig:16   | Noticed a greater mummy
455765 | Zig:16   | Noticed a greater mummy
455765 | Zig:16   | Noticed a greater mummy
455767 | Zig:16   | Noticed a greater mummy
455767 | Zig:16   | Killed a greater mummy
455767 | Zig:16   | Killed a greater mummy
455767 | Zig:16   | Killed a greater mummy
455767 | Zig:16   | Killed a greater mummy
455767 | Zig:16   | Killed a greater mummy
455767 | Zig:16   | Killed a greater mummy
455767 | Zig:16   | Killed a greater mummy
455767 | Zig:16   | Killed a greater mummy
455767 | Zig:16   | Killed a greater mummy
455767 | Zig:16   | Killed a greater mummy
455767 | Zig:16   | Killed a greater mummy
455767 | Zig:16   | Killed a greater mummy
455768 | Zig:16   | Noticed a greater mummy
455768 | Zig:16   | Killed a greater mummy
455768 | Zig:16   | Killed a greater mummy
455768 | Zig:16   | Killed a greater mummy
455769 | Zig:16   | Noticed a greater mummy
455769 | Zig:16   | Noticed a greater mummy
455769 | Zig:16   | Killed a greater mummy
455770 | Zig:16   | Noticed a greater mummy
455770 | Zig:16   | Noticed a greater mummy
455770 | Zig:16   | Noticed a greater mummy
455770 | Zig:16   | Noticed a greater mummy
455770 | Zig:16   | Noticed a greater mummy
455770 | Zig:16   | Noticed a greater mummy
455770 | Zig:16   | Noticed a greater mummy
455770 | Zig:16   | Noticed a greater mummy
455770 | Zig:16   | Noticed a greater mummy
455771 | Zig:16   | Noticed a greater mummy
455771 | Zig:16   | Noticed a greater mummy
455771 | Zig:16   | Noticed a greater mummy
455772 | Zig:16   | Noticed a greater mummy
455772 | Zig:16   | Killed a greater mummy
455772 | Zig:16   | Killed a greater mummy
455772 | Zig:16   | Killed a greater mummy
455772 | Zig:16   | Killed a greater mummy
455772 | Zig:16   | Killed a greater mummy
455773 | Zig:16   | Noticed a greater mummy
455773 | Zig:16   | Noticed a greater mummy
455773 | Zig:16   | Noticed a greater mummy
455773 | Zig:16   | Noticed a greater mummy
455774 | Zig:16   | Noticed a greater mummy
455774 | Zig:16   | Noticed a greater mummy
455775 | Zig:16   | Killed a greater mummy
455775 | Zig:16   | Killed a greater mummy
455775 | Zig:16   | Killed a greater mummy
455775 | Zig:16   | Killed a greater mummy
455775 | Zig:16   | Killed a greater mummy
455775 | Zig:16   | Killed a greater mummy
455775 | Zig:16   | Killed a greater mummy
455775 | Zig:16   | Killed a greater mummy
455775 | Zig:16   | Killed a greater mummy
455775 | Zig:16   | Killed a greater mummy
455775 | Zig:16   | Killed a greater mummy
455776 | Zig:16   | Noticed a greater mummy
455776 | Zig:16   | Noticed a greater mummy
455776 | Zig:16   | Killed a greater mummy
455776 | Zig:16   | Killed a greater mummy
455777 | Zig:16   | Killed a greater mummy
455777 | Zig:16   | Killed a greater mummy
455777 | Zig:16   | Killed a greater mummy
455777 | Zig:16   | Killed a greater mummy
455778 | Zig:16   | Noticed a greater mummy
455778 | Zig:16   | Noticed a greater mummy
455778 | Zig:16   | Noticed a greater mummy
455778 | Zig:16   | Killed a greater mummy
455778 | Zig:16   | Killed a greater mummy
455778 | Zig:16   | Killed a greater mummy
455779 | Zig:16   | Noticed a greater mummy
455779 | Zig:16   | Noticed a greater mummy
455779 | Zig:16   | Noticed a greater mummy
455779 | Zig:16   | Killed a greater mummy
455779 | Zig:16   | Killed a greater mummy
455779 | Zig:16   | Killed a greater mummy
455780 | Zig:16   | Noticed a greater mummy
455781 | Zig:16   | Killed a greater mummy
455781 | Zig:16   | Killed a greater mummy
455781 | Zig:16   | Killed a greater mummy
455781 | Zig:16   | Killed a greater mummy
455782 | Zig:16   | Noticed a greater mummy
455782 | Zig:16   | Killed a greater mummy
455783 | Zig:16   | Noticed a greater mummy
455783 | Zig:16   | Killed a greater mummy
455783 | Zig:16   | Killed a greater mummy
455783 | Zig:16   | Killed a greater mummy
455784 | Zig:16   | Noticed a greater mummy
455784 | Zig:16   | Killed a greater mummy
455788 | Zig:16   | Killed a greater mummy
455788 | Zig:16   | Killed a greater mummy
455789 | Zig:16   | Killed a greater mummy
455804 | Zig:16   | Got a coiled tin ring
455806 | Zig:16   | Identified the ring "Abyruacea" {rC+ MR+} (You found it on level 16 of a ziggurat)
455813 | Zig:16   | Got a faintly glowing bone ring
455814 | Zig:16   | Identified the ring of Zurafouz {rElec rC+ rN++ Dex-3 SInv} (You found it on level 16 of a ziggurat)
455924 | Zig:17   | Entered Level 17 of a ziggurat
456050 | Zig:17   | Identified the cursed +0 helmet of Impermeability {Str+2} (You found it on level 17 of a ziggurat)
456054 | Zig:17   | Got a slimy diamond amulet
456055 | Zig:17   | Identified the amulet "Runogh" {Faith Str+4 Int+4} (You found it on level 17 of a ziggurat)
456060 | Zig:17   | Got a smoking bone ring
456062 | Zig:17   | Identified the ring of Felizxe {*Slow rElec rF+ Stlth+} (You found it on level 17 of a ziggurat)
456073 | Zig:17   | Got a coiled bronze ring
456074 | Zig:17   | Identified the ring "Xaedayle" {+Blink Str+5 Int-4 SInv} (You found it on level 17 of a ziggurat)
456232 | Zig:18   | Entered Level 18 of a ziggurat
456342 | Zig:18   | Got a smoking wooden ring
456345 | Zig:18   | Identified the ring "Bomev" {*Contam rN+ Str+10 Int+3 SInv} (You found it on level 18 of a ziggurat)
456358 | Zig:18   | Identified the +0 cloak "Nisen" {rC+ Dex+4} (You found it on level 18 of a ziggurat)
456823 | Zig:19   | Entered Level 19 of a ziggurat
456823 | Zig:19   | Noticed an ancient lich
456823 | Zig:19   | Noticed an ancient lich
456823 | Zig:19   | Noticed an ancient lich
456823 | Zig:19   | Noticed an ancient lich
456823 | Zig:19   | Noticed an ancient lich
456823 | Zig:19   | Noticed an ancient lich
456824 | Zig:19   | Killed an ancient lich
456824 | Zig:19   | Killed an ancient lich
456824 | Zig:19   | Killed an ancient lich
456825 | Zig:19   | Noticed an ancient lich
456826 | Zig:19   | Killed an ancient lich
456826 | Zig:19   | Killed an ancient lich
456827 | Zig:19   | Noticed an ancient lich
456827 | Zig:19   | Noticed an ancient lich
456827 | Zig:19   | Killed an ancient lich
456828 | Zig:19   | Noticed an ancient lich
456828 | Zig:19   | Noticed an ancient lich
456829 | Zig:19   | Noticed an ancient lich
456829 | Zig:19   | Noticed an ancient lich
456829 | Zig:19   | Killed an ancient lich
456830 | Zig:19   | Noticed an ancient lich
456830 | Zig:19   | Noticed an ancient lich
456831 | Zig:19   | Noticed an ancient lich
456831 | Zig:19   | Noticed an ancient lich
456831 | Zig:19   | Noticed an ancient lich
456831 | Zig:19   | Noticed an ancient lich
456832 | Zig:19   | Noticed an ancient lich
456832 | Zig:19   | Noticed an ancient lich
456832 | Zig:19   | Noticed an ancient lich
456833 | Zig:19   | Noticed an ancient lich
456833 | Zig:19   | Killed an ancient lich
456833 | Zig:19   | Killed an ancient lich
456833 | Zig:19   | Killed an ancient lich
456833 | Zig:19   | Killed an ancient lich
456833 | Zig:19   | Killed an ancient lich
456833 | Zig:19   | Killed an ancient lich
456833 | Zig:19   | Killed an ancient lich
456833 | Zig:19   | Killed an ancient lich
456833 | Zig:19   | Killed an ancient lich
456833 | Zig:19   | Killed an ancient lich
456833 | Zig:19   | Killed an ancient lich
456833 | Zig:19   | Killed an ancient lich
456833 | Zig:19   | Killed an ancient lich
456833 | Zig:19   | Killed an ancient lich
456834 | Zig:19   | Noticed an ancient lich
456834 | Zig:19   | Noticed an ancient lich
456834 | Zig:19   | Killed an ancient lich
456834 | Zig:19   | Killed an ancient lich
456835 | Zig:19   | Noticed an ancient lich
456835 | Zig:19   | Noticed an ancient lich
456835 | Zig:19   | Noticed an ancient lich
456835 | Zig:19   | Noticed an ancient lich
456835 | Zig:19   | Noticed an ancient lich
456837 | Zig:19   | Noticed an ancient lich
456837 | Zig:19   | Noticed an ancient lich
456837 | Zig:19   | Noticed an ancient lich
456838 | Zig:19   | Noticed an ancient lich
456838 | Zig:19   | Noticed an ancient lich
456838 | Zig:19   | Noticed an ancient lich
456838 | Zig:19   | Noticed an ancient lich
456838 | Zig:19   | Noticed an ancient lich
456838 | Zig:19   | Noticed an ancient lich
456838 | Zig:19   | Killed an ancient lich
456838 | Zig:19   | Killed an ancient lich
456839 | Zig:19   | Noticed an ancient lich
456839 | Zig:19   | Noticed an ancient lich
456839 | Zig:19   | Noticed an ancient lich
456839 | Zig:19   | Noticed an ancient lich
456839 | Zig:19   | Noticed an ancient lich
456839 | Zig:19   | Noticed an ancient lich
456839 | Zig:19   | Noticed an ancient lich
456839 | Zig:19   | Noticed an ancient lich
456839 | Zig:19   | Killed an ancient lich
456839 | Zig:19   | Killed an ancient lich
456839 | Zig:19   | Killed an ancient lich
456840 | Zig:19   | Noticed an ancient lich
456840 | Zig:19   | Noticed an ancient lich
456840 | Zig:19   | Noticed an ancient lich
456840 | Zig:19   | Noticed an ancient lich
456840 | Zig:19   | Noticed an ancient lich
456840 | Zig:19   | Noticed an ancient lich
456840 | Zig:19   | Killed an ancient lich
456840 | Zig:19   | Killed an ancient lich
456840 | Zig:19   | Killed an ancient lich
456840 | Zig:19   | Killed an ancient lich
456840 | Zig:19   | Killed an ancient lich
456840 | Zig:19   | Killed an ancient lich
456841 | Zig:19   | Noticed an ancient lich
456841 | Zig:19   | Noticed an ancient lich
456841 | Zig:19   | Noticed an ancient lich
456841 | Zig:19   | Noticed an ancient lich
456841 | Zig:19   | Noticed an ancient lich
456841 | Zig:19   | Noticed an ancient lich
456841 | Zig:19   | Noticed an ancient lich
456841 | Zig:19   | Noticed an ancient lich
456841 | Zig:19   | Noticed an ancient lich
456842 | Zig:19   | Noticed an ancient lich
456842 | Zig:19   | Noticed an ancient lich
456842 | Zig:19   | Noticed an ancient lich
456842 | Zig:19   | Noticed an ancient lich
456843 | Zig:19   | Noticed an ancient lich
456843 | Zig:19   | Killed an ancient lich
456843 | Zig:19   | Killed an ancient lich
456843 | Zig:19   | Killed an ancient lich
456843 | Zig:19   | Killed an ancient lich
456843 | Zig:19   | Killed an ancient lich
456843 | Zig:19   | Killed an ancient lich
456843 | Zig:19   | Killed an ancient lich
456843 | Zig:19   | Killed an ancient lich
456843 | Zig:19   | Killed an ancient lich
456843 | Zig:19   | Killed an ancient lich
456843 | Zig:19   | Killed an ancient lich
456843 | Zig:19   | Killed an ancient lich
456843 | Zig:19   | Killed an ancient lich
456843 | Zig:19   | Killed an ancient lich
456843 | Zig:19   | Killed an ancient lich
456843 | Zig:19   | Killed an ancient lich
456843 | Zig:19   | Killed an ancient lich
456844 | Zig:19   | Noticed an ancient lich
456844 | Zig:19   | Noticed an ancient lich
456844 | Zig:19   | Killed an ancient lich
456844 | Zig:19   | Killed an ancient lich
456844 | Zig:19   | Killed an ancient lich
456844 | Zig:19   | Killed an ancient lich
456844 | Zig:19   | Killed an ancient lich
456844 | Zig:19   | Killed an ancient lich
456844 | Zig:19   | Killed an ancient lich
456844 | Zig:19   | Killed an ancient lich
456844 | Zig:19   | Killed an ancient lich
456844 | Zig:19   | Killed an ancient lich
456844 | Zig:19   | Killed an ancient lich
456844 | Zig:19   | Killed an ancient lich
456844 | Zig:19   | Killed an ancient lich
456845 | Zig:19   | Noticed an ancient lich
456845 | Zig:19   | Noticed an ancient lich
456845 | Zig:19   | Noticed an ancient lich
456845 | Zig:19   | Killed an ancient lich
456846 | Zig:19   | Noticed an ancient lich
456846 | Zig:19   | Killed an ancient lich
456847 | Zig:19   | Killed an ancient lich
456847 | Zig:19   | Killed an ancient lich
456848 | Zig:19   | Killed an ancient lich
456849 | Zig:19   | Noticed an ancient lich
456849 | Zig:19   | Noticed an ancient lich
456849 | Zig:19   | Killed an ancient lich
456850 | Zig:19   | Noticed an ancient lich
456850 | Zig:19   | Noticed an ancient lich
456850 | Zig:19   | Noticed an ancient lich
456850 | Zig:19   | Noticed an ancient lich
456850 | Zig:19   | Noticed an ancient lich
456850 | Zig:19   | Noticed an ancient lich
456850 | Zig:19   | Noticed an ancient lich
456850 | Zig:19   | Killed an ancient lich
456850 | Zig:19   | Killed an ancient lich
456850 | Zig:19   | Killed an ancient lich
456851 | Zig:19   | Noticed an ancient lich
456851 | Zig:19   | Noticed an ancient lich
456851 | Zig:19   | Noticed an ancient lich
456852 | Zig:19   | Killed an ancient lich
456852 | Zig:19   | Killed an ancient lich
456852 | Zig:19   | Killed an ancient lich
456852 | Zig:19   | Killed an ancient lich
456852 | Zig:19   | Killed an ancient lich
456852 | Zig:19   | Killed an ancient lich
456852 | Zig:19   | Killed an ancient lich
456852 | Zig:19   | Killed an ancient lich
456852 | Zig:19   | Killed an ancient lich
456852 | Zig:19   | Killed an ancient lich
456853 | Zig:19   | Noticed an ancient lich
456854 | Zig:19   | Noticed an ancient lich
456855 | Zig:19   | Killed an ancient lich
456856 | Zig:19   | Noticed an ancient lich
456857 | Zig:19   | Killed an ancient lich
456857 | Zig:19   | Killed an ancient lich
456858 | Zig:19   | Killed an ancient lich
456859 | Zig:19   | Noticed an ancient lich
456859 | Zig:19   | Noticed an ancient lich
456859 | Zig:19   | Killed an ancient lich
456860 | Zig:19   | Noticed an ancient lich
456862 | Zig:19   | Killed an ancient lich
456862 | Zig:19   | Killed an ancient lich
456862 | Zig:19   | Killed an ancient lich
456864 | Zig:19   | Noticed an ancient lich
456869 | Zig:19   | Killed an ancient lich
456913 | Zig:19   | Got a twitching platinum amulet
456914 | Zig:19   | Identified the amulet "Bygawke" {RegenMP rElec Str-2 Stlth+} (You found it on level 19 of a ziggurat)
456917 | Zig:19   | Got a smoking amber ring
456919 | Zig:19   | Identified the ring "Qetedag" {*Tele *Contam rElec Str+3 Slay+3} (You found it on level 19 of a ziggurat)
456943 | Zig:19   | Identified the Reference Book on Earthen Curses
456947 | Zig:19   | Identified the Papyrus of Freezing Changing
457146 | Zig:19   | Identified the Incunabulum of Hexes
457155 | Zig:20   | Entered Level 20 of a ziggurat
457217 | Zig:20   | Got a scorched tin ring
457219 | Zig:20   | Identified the ring "Ogosub" {rF+ Str+2 Slay+2} (You found it on level 20 of a ziggurat)
457226 | Zig:20   | Got a wavering steel amulet
457227 | Zig:20   | Identified the amulet "Geosmil" {Harm *Drain rElec Dex+3 Slay-5} (You found it on level 20 of a ziggurat)
457232 | Zig:20   | Identified the Reference Book on Burning Darkness
457237 | Zig:20   | Got a warped brass ring
457238 | Zig:20   | Identified the ring "Omifalo" {rElec rC+ Dex+2} (You found it on level 20 of a ziggurat)
457554 | Zig:20   | Got a sparkling bronze ring
457555 | Zig:20   | Identified the ring "Xyckaulegg" {rC+ rN+ Slay+2} (You found it on level 20 of a ziggurat)
457570 | Zig:20   | Got a smoking glass ring
457571 | Zig:20   | Identified the ring of the Firefly {rF+ rC+ MR- Dex+4} (You found it on level 20 of a ziggurat)
457644 | Zig:20   | Identified the +8 broad axe of Mayhem {pain, rC++ MR++ Str+2} (You found it on level 20 of a ziggurat)
457657 | Zig:21   | Entered Level 21 of a ziggurat
457672 | Zig:21   | Paralysed by a floating eye for 2 turns
457738 | Zig:21   | Paralysed by a floating eye for 4 turns
457814 | Zig:21   | Got a vibrating brass ring
457816 | Zig:21   | Identified the ring "Urunok" {+Fly rN++ Int+4 Slay-4 Stlth-} (You found it on level 21 of a ziggurat)
457829 | Zig:21   | Got a sparkling brass ring
457830 | Zig:21   | Identified the ring of Ahiriav {rElec rC+} (You found it on level 21 of a ziggurat)
457927 | Zig:21   | Identified the +1 pair of gloves of Impressiveness {Stlth+} (You found it on level 21 of a ziggurat)
457939 | Zig:22   | Entered Level 22 of a ziggurat
457939 | Zig:22   | Noticed Epnimoywka the pandemonium lord
457939 | Zig:22   | Noticed Kowuatomn the pandemonium lord
457939 | Zig:22   | Noticed Feib the pandemonium lord
457939 | Zig:22   | Noticed Tadoitus the pandemonium lord
457939 | Zig:22   | Noticed Hawilisch the pandemonium lord
457939 | Zig:22   | Noticed Hofeut the pandemonium lord
457939 | Zig:22   | Noticed Yzeehec the pandemonium lord
457943 | Zig:22   | Noticed Laframm the pandemonium lord
457944 | Zig:22   | Noticed Gaahoq the pandemonium lord
457944 | Zig:22   | Noticed Soeranke the pandemonium lord
457944 | Zig:22   | Noticed Amyevafez the pandemonium lord
457945 | Zig:22   | Noticed Mupaip the pandemonium lord
457945 | Zig:22   | Noticed Jinlun the pandemonium lord
457945 | Zig:22   | Noticed Qaobyxodor the pandemonium lord
457945 | Zig:22   | Noticed Lexkuesa the pandemonium lord
457945 | Zig:22   | Noticed Guttaago the pandemonium lord
457946 | Zig:22   | Noticed Faqaabio the pandemonium lord
457946 | Zig:22   | Noticed Gapaw the pandemonium lord
457946 | Zig:22   | Noticed Feheree the pandemonium lord
457946 | Zig:22   | Noticed Cuepuaw the pandemonium lord
457946 | Zig:22   | Noticed Hoera the pandemonium lord
457946 | Zig:22   | Noticed Xerinn the pandemonium lord
457946 | Zig:22   | Killed Hofeut the pandemonium lord
457946 | Zig:22   | Killed Tadoitus the pandemonium lord
457947 | Zig:22   | Noticed Mefeotes the pandemonium lord
457948 | Zig:22   | Noticed Vekloth the pandemonium lord
457948 | Zig:22   | Noticed Osteskinip the pandemonium lord
457948 | Zig:22   | Noticed Rubud the pandemonium lord
457949 | Zig:22   | Noticed Ewku Gio the pandemonium lord
457950 | Zig:22   | Killed Jinlun the pandemonium lord
457951 | Zig:22   | Noticed Zirea the pandemonium lord
457951 | Zig:22   | Noticed Tevec the pandemonium lord
457951 | Zig:22   | Killed Ewku Gio the pandemonium lord
457951 | Zig:22   | Killed Feib the pandemonium lord
457951 | Zig:22   | Killed Lexkuesa the pandemonium lord
457951 | Zig:22   | Killed Osteskinip the pandemonium lord
457952 | Zig:22   | Noticed Cywyt the pandemonium lord
457952 | Zig:22   | Noticed Keenkarch the pandemonium lord
457952 | Zig:22   | Noticed Niotuwef the pandemonium lord
457952 | Zig:22   | Noticed Hiawutt the pandemonium lord
457952 | Zig:22   | Noticed Vinikano the pandemonium lord
457953 | Zig:22   | Noticed Solur the pandemonium lord
457954 | Zig:22   | Noticed Oriront the pandemonium lord
457956 | Zig:22   | Noticed Yroac the pandemonium lord
457956 | Zig:22   | Noticed Soyrosaa the pandemonium lord
457956 | Zig:22   | Killed Hawilisch the pandemonium lord
457956 | Zig:22   | Killed Qaobyxodor the pandemonium lord
457957 | Zig:22   | Noticed Faelui the pandemonium lord
457958 | Zig:22   | Noticed Gycec the pandemonium lord
457958 | Zig:22   | Killed Faqaabio the pandemonium lord
457959 | Zig:22   | Killed Nialifea the pandemonium lord
457959 | Zig:22   | Killed Epnimoywka the pandemonium lord
457959 | Zig:22   | Killed Vinikano the pandemonium lord
457959 | Zig:22   | Killed Kowuatomn the pandemonium lord
457959 | Zig:22   | Killed Mupaip the pandemonium lord
457960 | Zig:22   | Noticed Puava the pandemonium lord
457960 | Zig:22   | Killed Cuepuaw the pandemonium lord
457960 | Zig:22   | Killed Vekloth the pandemonium lord
457960 | Zig:22   | Killed Xerinn the pandemonium lord
457961 | Zig:22   | Noticed Nistab the pandemonium lord
457961 | Zig:22   | Noticed Ovvob the pandemonium lord
457962 | Zig:22   | Noticed Icwul the pandemonium lord
457962 | Zig:22   | Noticed Oto Uwek the pandemonium lord
457962 | Zig:22   | Killed Amyevafez the pandemonium lord
457962 | Zig:22   | Killed Oriront the pandemonium lord
457962 | Zig:22   | Killed Puava the pandemonium lord
457962 | Zig:22   | Killed Hiawutt the pandemonium lord
457963 | Zig:22   | Noticed Xeemav the pandemonium lord
457964 | Zig:22   | Noticed Usuowk the pandemonium lord
457964 | Zig:22   | Killed Oto Uwek the pandemonium lord
457964 | Zig:22   | Killed Rubud the pandemonium lord
457964 | Zig:22   | Killed Soeranke the pandemonium lord
457964 | Zig:22   | Killed Mewnucuv the pandemonium lord
457964 | Zig:22   | Killed Niotuwef the pandemonium lord
457964 | Zig:22   | Killed Hoera the pandemonium lord
457964 | Zig:22   | Killed Mefeotes the pandemonium lord
457964 | Zig:22   | Killed Keenkarch the pandemonium lord
457965 | Zig:22   | Noticed Mot Xurr the pandemonium lord
457966 | Zig:22   | Killed Cywyt the pandemonium lord
457966 | Zig:22   | Killed Gapaw the pandemonium lord
457966 | Zig:22   | Killed Jygasmis the pandemonium lord
457966 | Zig:22   | Killed Xadwua the pandemonium lord
457966 | Zig:22   | Killed Yroac the pandemonium lord
457966 | Zig:22   | Killed Tevec the pandemonium lord
457966 | Zig:22   | Killed Ovvob the pandemonium lord
457968 | Zig:22   | Noticed Egyluaj the pandemonium lord
457968 | Zig:22   | Noticed Ecowi the pandemonium lord
457968 | Zig:22   | Noticed Nugaoh the pandemonium lord
457969 | Zig:22   | Noticed Teofud the pandemonium lord
457969 | Zig:22   | Noticed Somatuam the pandemonium lord
457969 | Zig:22   | Noticed Xunai the pandemonium lord
457969 | Zig:22   | Killed Guttaago the pandemonium lord
457969 | Zig:22   | Killed Soyrosaa the pandemonium lord
457970 | Zig:22   | Noticed Eroq the pandemonium lord
457970 | Zig:22   | Killed Mot Xurr the pandemonium lord
457971 | Zig:22   | Noticed Mateot the pandemonium lord
457971 | Zig:22   | Noticed Ynofrus the pandemonium lord
457971 | Zig:22   | Noticed Sef Ziassi the pandemonium lord
457971 | Zig:22   | Noticed Fozogh the pandemonium lord
457971 | Zig:22   | Noticed Quanis the pandemonium lord
457971 | Zig:22   | Noticed Ofairui the pandemonium lord
457971 | Zig:22   | Killed Gycec the pandemonium lord
457971 | Zig:22   | Killed Fozogh the pandemonium lord
457971 | Zig:22   | Killed Feheree the pandemonium lord
457971 | Zig:22   | Killed Nistab the pandemonium lord
457972 | Zig:22   | Noticed Herur the pandemonium lord
457972 | Zig:22   | Killed Ecowi the pandemonium lord
457972 | Zig:22   | Killed Xirahifi the pandemonium lord
457972 | Zig:22   | Killed Eroq the pandemonium lord
457972 | Zig:22   | Killed Mosof the pandemonium lord
457972 | Zig:22   | Killed Yzeehec the pandemonium lord
457972 | Zig:22   | Killed Solur the pandemonium lord
457973 | Zig:22   | Noticed Naopnore the pandemonium lord
457973 | Zig:22   | Killed Gaahoq the pandemonium lord
457973 | Zig:22   | Killed Ynofrus the pandemonium lord
457974 | Zig:22   | Noticed Gaapp the pandemonium lord
457974 | Zig:22   | Noticed Wilaegoe the pandemonium lord
457974 | Zig:22   | Noticed Gawkomif the pandemonium lord
457975 | Zig:22   | Noticed Ynip the pandemonium lord
457975 | Zig:22   | Noticed Wumm the pandemonium lord
457975 | Zig:22   | Noticed Erodiak the pandemonium lord
457975 | Zig:22   | Noticed Piygrub the pandemonium lord
457976 | Zig:22   | Noticed Zash the pandemonium lord
457976 | Zig:22   | Noticed Seit the pandemonium lord
457976 | Zig:22   | Noticed Kycs the pandemonium lord
457976 | Zig:22   | Killed Nugaoh the pandemonium lord
457976 | Zig:22   | Killed Egyluaj the pandemonium lord
457977 | Zig:22   | Noticed Cicon the pandemonium lord
457977 | Zig:22   | Noticed Ehokunah the pandemonium lord
457977 | Zig:22   | Noticed Goshriesm the pandemonium lord
457977 | Zig:22   | Killed Teofud the pandemonium lord
457977 | Zig:22   | Killed Laframm the pandemonium lord
457977 | Zig:22   | Killed Quanis the pandemonium lord
457977 | Zig:22   | Killed Taklygoaj the pandemonium lord
457977 | Zig:22   | Killed Kycs the pandemonium lord
457977 | Zig:22   | Killed Usuowk the pandemonium lord
457977 | Zig:22   | Killed Wumm the pandemonium lord
457977 | Zig:22   | Killed Xunai the pandemonium lord
457978 | Zig:22   | Noticed Wolox the pandemonium lord
457978 | Zig:22   | Noticed Coocar the pandemonium lord
457978 | Zig:22   | Noticed Pywod the pandemonium lord
457978 | Zig:22   | Killed Icwul the pandemonium lord
457978 | Zig:22   | Killed Ynip the pandemonium lord
457979 | Zig:22   | Noticed Adwuf the pandemonium lord
457979 | Zig:22   | Noticed Obroir the pandemonium lord
457980 | Zig:22   | Noticed Qisephuo the pandemonium lord
457980 | Zig:22   | Noticed Hehub the pandemonium lord
457980 | Zig:22   | Noticed Cysupnets the pandemonium lord
457981 | Zig:22   | Noticed Tusieq the pandemonium lord
457982 | Zig:22   | Noticed Ulil the pandemonium lord
457984 | Zig:22   | Noticed Taduf the pandemonium lord
457984 | Zig:22   | Noticed Cimy the pandemonium lord
457984 | Zig:22   | Killed Cimy the pandemonium lord
457984 | Zig:22   | Killed Faelui the pandemonium lord
457984 | Zig:22   | Killed Ofairui the pandemonium lord
457984 | Zig:22   | Killed Herur the pandemonium lord
457985 | Zig:22   | Noticed Tewnaph the pandemonium lord
457985 | Zig:22   | Noticed Ropsuom the pandemonium lord
457985 | Zig:22   | Killed Goshriesm the pandemonium lord
457985 | Zig:22   | Killed Zash the pandemonium lord
457986 | Zig:22   | Noticed Xeuguj the pandemonium lord
457986 | Zig:22   | Killed Somatuam the pandemonium lord
457987 | Zig:22   | Noticed Xaoteq the pandemonium lord
457987 | Zig:22   | Killed Ehokunah the pandemonium lord
457987 | Zig:22   | Killed Dilij the pandemonium lord
457987 | Zig:22   | Killed Zirea the pandemonium lord
457988 | Zig:22   | Noticed Ytwir the pandemonium lord
457988 | Zig:22   | Noticed Buricag the pandemonium lord
457989 | Zig:22   | Noticed Zialip the pandemonium lord
457989 | Zig:22   | Noticed Ican the pandemonium lord
457989 | Zig:22   | Noticed Ischocehi the pandemonium lord
457989 | Zig:22   | Killed Cicon the pandemonium lord
457989 | Zig:22   | Killed Xeuguj the pandemonium lord
457989 | Zig:22   | Killed Xeemav the pandemonium lord
457989 | Zig:22   | Killed Tewnaph the pandemonium lord
457989 | Zig:22   | Killed Qisephuo the pandemonium lord
457989 | Zig:22   | Killed Adwuf the pandemonium lord
457990 | Zig:22   | Noticed Tynkuhir the pandemonium lord
457990 | Zig:22   | Killed Hehub the pandemonium lord
457990 | Zig:22   | Killed Vylutz the pandemonium lord
457991 | Zig:22   | Noticed Boujeg the pandemonium lord
457992 | Zig:22   | Noticed Dastraash the pandemonium lord
457993 | Zig:22   | Noticed Xapebla the pandemonium lord
457994 | Zig:22   | Noticed Quangiguju the pandemonium lord
457995 | Zig:22   | Noticed Tauzo the pandemonium lord
457995 | Zig:22   | Noticed Qoedioph the pandemonium lord
457995 | Zig:22   | Killed Tusieq the pandemonium lord
457995 | Zig:22   | Killed Taduf the pandemonium lord
457995 | Zig:22   | Killed Obroir the pandemonium lord
457996 | Zig:22   | Noticed Baown the pandemonium lord
457996 | Zig:22   | Noticed Cufuxua the pandemonium lord
457996 | Zig:22   | Killed Tynkuhir the pandemonium lord
457996 | Zig:22   | Killed Ischocehi the pandemonium lord
457996 | Zig:22   | Killed Wolox the pandemonium lord
457996 | Zig:22   | Killed Ican the pandemonium lord
457997 | Zig:22   | Noticed Lohoa the pandemonium lord
457997 | Zig:22   | Noticed Lebejos the pandemonium lord
457997 | Zig:22   | Noticed Goeheed the pandemonium lord
457997 | Zig:22   | Noticed Kefab the pandemonium lord
457997 | Zig:22   | Killed Gawkomif the pandemonium lord
457997 | Zig:22   | Killed Xaoteq the pandemonium lord
457997 | Zig:22   | Killed Boujeg the pandemonium lord
457998 | Zig:22   | Noticed Tabbesets the pandemonium lord
457998 | Zig:22   | Noticed Kygeussia the pandemonium lord
457998 | Zig:22   | Noticed Doumus the pandemonium lord
457998 | Zig:22   | Noticed Dori the pandemonium lord
457998 | Zig:22   | Noticed Liyjasuq the pandemonium lord
457998 | Zig:22   | Noticed Goukuc the pandemonium lord
457998 | Zig:22   | Killed Wilaegoe the pandemonium lord
457998 | Zig:22   | Killed Ytwir the pandemonium lord
457998 | Zig:22   | Killed Naopnore the pandemonium lord
457998 | Zig:22   | Killed Gaapp the pandemonium lord
457998 | Zig:22   | Killed Seit the pandemonium lord
457998 | Zig:22   | Killed Pywod the pandemonium lord
457999 | Zig:22   | Noticed Heghish the pandemonium lord
457999 | Zig:22   | Noticed Luttuez the pandemonium lord
457999 | Zig:22   | Killed Piygrub the pandemonium lord
457999 | Zig:22   | Killed Xapebla the pandemonium lord
458001 | Zig:22   | Noticed Poasm the pandemonium lord
458001 | Zig:22   | Noticed Ylikuutt the pandemonium lord
458001 | Zig:22   | Noticed Acorima the pandemonium lord
458001 | Zig:22   | Noticed Ediotuoc the pandemonium lord
458001 | Zig:22   | Noticed Xoivor the pandemonium lord
458001 | Zig:22   | Noticed Kereip the pandemonium lord
458001 | Zig:22   | Killed Cysupnets the pandemonium lord
458002 | Zig:22   | Noticed Beicuoz the pandemonium lord
458002 | Zig:22   | Noticed Kugesir the pandemonium lord
458002 | Zig:22   | Killed Sef Ziassi the pandemonium lord
458002 | Zig:22   | Killed Goeheed the pandemonium lord
458002 | Zig:22   | Killed Buricag the pandemonium lord
458002 | Zig:22   | Killed Ropsuom the pandemonium lord
458002 | Zig:22   | Killed Mateot the pandemonium lord
458003 | Zig:22   | Noticed Ikkicig the pandemonium lord
458004 | Zig:22   | Noticed Niatran the pandemonium lord
458004 | Zig:22   | Noticed Nomuawum the pandemonium lord
458004 | Zig:22   | Noticed Yhesaaj the pandemonium lord
458005 | Zig:22   | Noticed Ciddib the pandemonium lord
458005 | Zig:22   | Noticed Jyoha the pandemonium lord
458005 | Zig:22   | Killed Coocar the pandemonium lord
458005 | Zig:22   | Killed Kefab the pandemonium lord
458005 | Zig:22   | Killed Beicuoz the pandemonium lord
458005 | Zig:22   | Killed Ulil the pandemonium lord
458006 | Zig:22   | Noticed Netant the pandemonium lord
458006 | Zig:22   | Killed Tauzo the pandemonium lord
458006 | Zig:22   | Killed Dori the pandemonium lord
458006 | Zig:22   | Killed Ciuby the pandemonium lord
458006 | Zig:22   | Killed Cufuxua the pandemonium lord
458007 | Zig:22   | Noticed Yczu the pandemonium lord
458007 | Zig:22   | Noticed Atsenosi the pandemonium lord
458007 | Zig:22   | Killed Ciddib the pandemonium lord
458007 | Zig:22   | Killed Baown the pandemonium lord
458007 | Zig:22   | Noticed Gaige the pandemonium lord
458008 | Zig:22   | Noticed Gane the pandemonium lord
458008 | Zig:22   | Noticed Ynydokk the pandemonium lord
458008 | Zig:22   | Noticed Busiewea the pandemonium lord
458009 | Zig:22   | Noticed Cugoacs the pandemonium lord
458009 | Zig:22   | Noticed Cimomp the pandemonium lord
458009 | Zig:22   | Killed Goukuc the pandemonium lord
458010 | Zig:22   | Noticed Zowiac the pandemonium lord
458011 | Zig:22   | Noticed Cutrikh the pandemonium lord
458011 | Zig:22   | Killed Lebejos the pandemonium lord
458011 | Zig:22   | Killed Kugesir the pandemonium lord
458011 | Zig:22   | Killed Poasm the pandemonium lord
458011 | Zig:22   | Killed Luttuez the pandemonium lord
458011 | Zig:22   | Killed Atsenosi the pandemonium lord
458011 | Zig:22   | Killed Erodiak the pandemonium lord
458011 | Zig:22   | Killed Niatran the pandemonium lord
458011 | Zig:22   | Killed Kygeussia the pandemonium lord
458011 | Zig:22   | Killed Quangiguju the pandemonium lord
458011 | Zig:22   | Killed Nomuawum the pandemonium lord
458012 | Zig:22   | Noticed Loedd the pandemonium lord
458012 | Zig:22   | Noticed Woysiam the pandemonium lord
458012 | Zig:22   | Noticed Xoowys the pandemonium lord
458012 | Zig:22   | Noticed Zoefrium the pandemonium lord
458012 | Zig:22   | Killed Zialip the pandemonium lord
458012 | Zig:22   | Killed Liyjasuq the pandemonium lord
458012 | Zig:22   | Killed Doumus the pandemonium lord
458012 | Zig:22   | Killed Jyoha the pandemonium lord
458012 | Zig:22   | Killed Xoivor the pandemonium lord
458012 | Zig:22   | Killed Ikkicig the pandemonium lord
458013 | Zig:22   | Noticed Jaref the pandemonium lord
458013 | Zig:22   | Killed Acorima the pandemonium lord
458013 | Zig:22   | Killed Qoedioph the pandemonium lord
458014 | Zig:22   | Noticed Esieqais the pandemonium lord
458014 | Zig:22   | Noticed Cyorue Miga the pandemonium lord
458014 | Zig:22   | Noticed Baasaeshrae the pandemonium lord
458014 | Zig:22   | Noticed Izxeg the pandemonium lord
458015 | Zig:22   | Noticed Orutsem the pandemonium lord
458015 | Zig:22   | Noticed Sariufuq the pandemonium lord
458015 | Zig:22   | Noticed Pedwierch the pandemonium lord
458015 | Zig:22   | Noticed Buisov the pandemonium lord
458015 | Zig:22   | Noticed Uzaatima the pandemonium lord
458015 | Zig:22   | Killed Cutrikh the pandemonium lord
458015 | Zig:22   | Killed Busiewea the pandemonium lord
458016 | Zig:22   | Noticed Othanaty the pandemonium lord
458016 | Zig:22   | Noticed Jehegh the pandemonium lord
458017 | Zig:22   | Killed Tabbesets the pandemonium lord
458017 | Zig:22   | Killed Woysiam the pandemonium lord
458017 | Zig:22   | Killed Cugoacs the pandemonium lord
458018 | Zig:22   | Noticed Ewnethro the pandemonium lord
458018 | Zig:22   | Noticed Wippeuluch the pandemonium lord
458018 | Zig:22   | Killed Cimomp the pandemonium lord
458018 | Zig:22   | Killed Gaige the pandemonium lord
458018 | Zig:22   | Killed Ediotuoc the pandemonium lord
458018 | Zig:22   | Killed Loedd the pandemonium lord
458019 | Zig:22   | Noticed Rampout the pandemonium lord
458019 | Zig:22   | Noticed Yvi Tomi the pandemonium lord
458019 | Zig:22   | Noticed Oseagid the pandemonium lord
458020 | Zig:22   | Killed Zoefrium the pandemonium lord
458020 | Zig:22   | Killed Orutsem the pandemonium lord
458020 | Zig:22   | Killed Buisov the pandemonium lord
458020 | Zig:22   | Killed Lohoa the pandemonium lord
458020 | Zig:22   | Killed Yhesaaj the pandemonium lord
458020 | Zig:22   | Killed Izxeg the pandemonium lord
458021 | Zig:22   | Noticed Honesik the pandemonium lord
458021 | Zig:22   | Noticed Kargh the pandemonium lord
458021 | Zig:22   | Noticed Hoostaj the pandemonium lord
458021 | Zig:22   | Noticed Zekeg the pandemonium lord
458022 | Zig:22   | Noticed Wioxig the pandemonium lord
458022 | Zig:22   | Noticed Fatweir the pandemonium lord
458022 | Zig:22   | Noticed Sabyrur the pandemonium lord
458022 | Zig:22   | Killed Honesik the pandemonium lord
458022 | Zig:22   | Killed Kereip the pandemonium lord
458022 | Zig:22   | Killed Ufakor the pandemonium lord
458023 | Zig:22   | Noticed Nedoun the pandemonium lord
458025 | Zig:22   | Noticed Biotti Bis the pandemonium lord
458025 | Zig:22   | Noticed Tehoad the pandemonium lord
458025 | Zig:22   | Killed Ylikuutt the pandemonium lord
458026 | Zig:22   | Killed Yczu the pandemonium lord
458026 | Zig:22   | Killed Gane the pandemonium lord
458026 | Zig:22   | Killed Jehegh the pandemonium lord
458026 | Zig:22   | Killed Oseagid the pandemonium lord
458026 | Zig:22   | Killed Sariufuq the pandemonium lord
458026 | Zig:22   | Killed Wioxig the pandemonium lord
458027 | Zig:22   | Noticed Usiper the pandemonium lord
458027 | Zig:22   | Noticed Efys the pandemonium lord
458027 | Zig:22   | Noticed Kovoebla the pandemonium lord
458027 | Zig:22   | Noticed Qestoide the pandemonium lord
458027 | Zig:22   | Killed Baasaeshrae the pandemonium lord
458027 | Zig:22   | Killed Rampout the pandemonium lord
458028 | Zig:22   | Noticed Tothiy the pandemonium lord
458028 | Zig:22   | Killed Uzaatima the pandemonium lord
458028 | Zig:22   | Killed Cuhiveris the pandemonium lord
458028 | Zig:22   | Killed Zowiac the pandemonium lord
458028 | Zig:22   | Killed Fatweir the pandemonium lord
458028 | Zig:22   | Killed Pedwierch the pandemonium lord
458028 | Zig:22   | Killed Xoowys the pandemonium lord
458029 | Zig:22   | Noticed Nehul the pandemonium lord
458029 | Zig:22   | Noticed Tepuoxt the pandemonium lord
458029 | Zig:22   | Noticed Huzualet the pandemonium lord
458030 | Zig:22   | Noticed Nedghyos the pandemonium lord
458030 | Zig:22   | Noticed Wixammac the pandemonium lord
458030 | Zig:22   | Noticed Keitux the pandemonium lord
458030 | Zig:22   | Noticed Keeniehe the pandemonium lord
458030 | Zig:22   | Killed Heghish the pandemonium lord
458031 | Zig:22   | Noticed Vugrylith the pandemonium lord
458031 | Zig:22   | Noticed Naosenk the pandemonium lord
458031 | Zig:22   | Killed Nedoun the pandemonium lord
458031 | Zig:22   | Killed Sabyrur the pandemonium lord
458032 | Zig:22   | Killed Ewnethro the pandemonium lord
458032 | Zig:22   | Killed Jaref the pandemonium lord
458032 | Zig:22   | Killed Usiper the pandemonium lord
458033 | Zig:22   | Noticed Weisim the pandemonium lord
458033 | Zig:22   | Noticed Zoytidez the pandemonium lord
458035 | Zig:22   | Noticed Selur the pandemonium lord
458035 | Zig:22   | Noticed Baot the pandemonium lord
458035 | Zig:22   | Noticed Arir the pandemonium lord
458035 | Zig:22   | Killed Wippeuluch the pandemonium lord
458036 | Zig:22   | Killed Othanaty the pandemonium lord
458036 | Zig:22   | Killed Yvi Tomi the pandemonium lord
458037 | Zig:22   | Noticed Jitabuem the pandemonium lord
458037 | Zig:22   | Noticed Sohiafoa the pandemonium lord
458038 | Zig:22   | Noticed Ziufeaki the pandemonium lord
458038 | Zig:22   | Noticed Gytwuop the pandemonium lord
458038 | Zig:22   | Killed Kovoebla the pandemonium lord
458038 | Zig:22   | Killed Cyorue Miga the pandemonium lord
458038 | Zig:22   | Killed Zoytidez the pandemonium lord
458038 | Zig:22   | Killed Efys the pandemonium lord
458039 | Zig:22   | Noticed Fafaug the pandemonium lord
458039 | Zig:22   | Noticed Xoazalap the pandemonium lord
458039 | Zig:22   | Noticed Wenwyuz the pandemonium lord
458039 | Zig:22   | Noticed Siaduqa the pandemonium lord
458039 | Zig:22   | Noticed Feolaluf the pandemonium lord
458039 | Zig:22   | Noticed Loikka Eklyrr the pandemonium lord
458039 | Zig:22   | Noticed Gephu the pandemonium lord
458039 | Zig:22   | Noticed Liadit the pandemonium lord
458039 | Zig:22   | Noticed Kiofoma the pandemonium lord
458039 | Zig:22   | Noticed Qeticoty the pandemonium lord
458039 | Zig:22   | Noticed Ziucacw the pandemonium lord
458039 | Zig:22   | Noticed Oras the pandemonium lord
458039 | Zig:22   | Noticed Dolomnu the pandemonium lord
458039 | Zig:22   | Noticed Gymuem the pandemonium lord
458039 | Zig:22   | Noticed Nuos the pandemonium lord
458039 | Zig:22   | Noticed Foempiy the pandemonium lord
458039 | Zig:22   | Noticed Peel Hirph the pandemonium lord
458039 | Zig:22   | Noticed Giasiuph the pandemonium lord
458039 | Zig:22   | Noticed Biob the pandemonium lord
458039 | Zig:22   | Noticed Fuufu the pandemonium lord
458039 | Zig:22   | Noticed Esesch the pandemonium lord
458039 | Zig:22   | Noticed Zipla the pandemonium lord
458039 | Zig:22   | Noticed Jaiduov the pandemonium lord
458040 | Zig:22   | Noticed Uppisa the pandemonium lord
458040 | Zig:22   | Noticed Kaokiapt the pandemonium lord
458041 | Zig:22   | Noticed Oseifili the pandemonium lord
458043 | Zig:22   | Killed Zekeg the pandemonium lord
458043 | Zig:22   | Killed Peel Hirph the pandemonium lord
458044 | Zig:22   | Noticed Cypyjine the pandemonium lord
458044 | Zig:22   | Noticed Kaisujoxt the pandemonium lord
458044 | Zig:22   | Killed Ynydokk the pandemonium lord
458044 | Zig:22   | Killed Jaiduov the pandemonium lord
458045 | Zig:22   | Noticed Ablionas the pandemonium lord
458046 | Zig:22   | Killed Biotti Bis the pandemonium lord
458046 | Zig:22   | Killed Nehul the pandemonium lord
458046 | Zig:22   | Killed Keeniehe the pandemonium lord
458047 | Zig:22   | Noticed Upeawy the pandemonium lord
458047 | Zig:22   | Killed Gephu the pandemonium lord
458049 | Zig:22   | Noticed Ufoufuva the pandemonium lord
458049 | Zig:22   | Killed Biob the pandemonium lord
458050 | Zig:22   | Noticed Wihudif the pandemonium lord
458051 | Zig:22   | Noticed Qopax the pandemonium lord
458051 | Zig:22   | Noticed Daorekhy the pandemonium lord
458051 | Zig:22   | Noticed Luor Ypho the pandemonium lord
458051 | Zig:22   | Noticed Ikkel the pandemonium lord
458051 | Zig:22   | Noticed Cutyeluqa the pandemonium lord
458051 | Zig:22   | Killed Qeticoty the pandemonium lord
458051 | Zig:22   | Killed Huzualet the pandemonium lord
458052 | Zig:22   | Noticed Ysmydiekha the pandemonium lord
458055 | Zig:22   | Noticed Pacroq the pandemonium lord
458055 | Zig:22   | Killed Liadit the pandemonium lord
458056 | Zig:22   | Killed Gymuem the pandemonium lord
458056 | Zig:22   | Killed Netant the pandemonium lord
458057 | Zig:22   | Killed Sohiafoa the pandemonium lord
458057 | Zig:22   | Killed Ablionas the pandemonium lord
458057 | Zig:22   | Killed Esieqais the pandemonium lord
458058 | Zig:22   | Noticed Niurog the pandemonium lord
458058 | Zig:22   | Killed Wixammac the pandemonium lord
458058 | Zig:22   | Killed Daorekhy the pandemonium lord
458058 | Zig:22   | Killed Upeawy the pandemonium lord
458059 | Zig:22   | Noticed Mech the pandemonium lord
458059 | Zig:22   | Killed Ikkel the pandemonium lord
458059 | Zig:22   | Killed Tehoad the pandemonium lord
458059 | Zig:22   | Killed Oras the pandemonium lord
458059 | Zig:22   | Killed Feolaluf the pandemonium lord
458060 | Zig:22   | Noticed Kade Dyu the pandemonium lord
458060 | Zig:22   | Killed Luor Ypho the pandemonium lord
458060 | Zig:22   | Killed Wenwyuz the pandemonium lord
458060 | Zig:22   | Killed Nedghyos the pandemonium lord
458060 | Zig:22   | Killed Siaduqa the pandemonium lord
458060 | Zig:22   | Killed Fuufu the pandemonium lord
458060 | Zig:22   | Killed Wihudif the pandemonium lord
458060 | Zig:22   | Killed Uppisa the pandemonium lord
458061 | Zig:22   | Noticed Ykly the pandemonium lord
458061 | Zig:22   | Killed Vugrylith the pandemonium lord
458062 | Zig:22   | Noticed Daet the pandemonium lord
458062 | Zig:22   | Killed Jitabuem the pandemonium lord
458062 | Zig:22   | Killed Qestoide the pandemonium lord
458062 | Zig:22   | Killed Arir the pandemonium lord
458063 | Zig:22   | Noticed Qecre the pandemonium lord
458064 | Zig:22   | Noticed Ilamm the pandemonium lord
458065 | Zig:22   | Noticed Qekemu the pandemonium lord
458067 | Zig:22   | Noticed Biraf the pandemonium lord
458067 | Zig:22   | Noticed Nofem the pandemonium lord
458067 | Zig:22   | Noticed Revucoawn the pandemonium lord
458067 | Zig:22   | Noticed Faufofyv the pandemonium lord
458067 | Zig:22   | Noticed Xulaat the pandemonium lord
458067 | Zig:22   | Noticed Geikhoux the pandemonium lord
458068 | Zig:22   | Noticed Koico the pandemonium lord
458068 | Zig:22   | Noticed Anaweel the pandemonium lord
458069 | Zig:22   | Killed Foempiy the pandemonium lord
458069 | Zig:22   | Killed Cutyeluqa the pandemonium lord
458071 | Zig:22   | Noticed Weolir the pandemonium lord
458073 | Zig:22   | Noticed Ischiteigg the pandemonium lord
458073 | Zig:22   | Noticed Zajaeg the pandemonium lord
458073 | Zig:22   | Killed Kargh the pandemonium lord
458073 | Zig:22   | Killed Biraf the pandemonium lord
458073 | Zig:22   | Killed Qopax the pandemonium lord
458074 | Zig:22   | Noticed Loih the pandemonium lord
458075 | Zig:22   | Killed Weolir the pandemonium lord
458075 | Zig:22   | Killed Naosenk the pandemonium lord
458075 | Zig:22   | Killed Acvih the pandemonium lord
458075 | Zig:22   | Killed Kaisujoxt the pandemonium lord
458075 | Zig:22   | Killed Hoostaj the pandemonium lord
458075 | Zig:22   | Killed Xulaat the pandemonium lord
458075 | Zig:22   | Killed Revucoawn the pandemonium lord
458076 | Zig:22   | Noticed Desiu the pandemonium lord
458076 | Zig:22   | Killed Geikhoux the pandemonium lord
458077 | Zig:22   | Noticed Arare the pandemonium lord
458077 | Zig:22   | Noticed Cuestroeg the pandemonium lord
458077 | Zig:22   | Noticed Hojuhe the pandemonium lord
458077 | Zig:22   | Killed Weisim the pandemonium lord
458077 | Zig:22   | Killed Tepuoxt the pandemonium lord
458077 | Zig:22   | Killed Dolomnu the pandemonium lord
458077 | Zig:22   | Killed Loih the pandemonium lord
458077 | Zig:22   | Killed Qekemu the pandemonium lord
458077 | Zig:22   | Killed Ruad the pandemonium lord
458077 | Zig:22   | Killed Ziufeaki the pandemonium lord
458077 | Zig:22   | Killed Oseifili the pandemonium lord
458077 | Zig:22   | Killed Nofem the pandemonium lord
458077 | Zig:22   | Killed Kaokiapt the pandemonium lord
458078 | Zig:22   | Killed Gytwuop the pandemonium lord
458078 | Zig:22   | Killed Ziucacw the pandemonium lord
458078 | Zig:22   | Killed Giasiuph the pandemonium lord
458078 | Zig:22   | Killed Faufofyv the pandemonium lord
458078 | Zig:22   | Killed Zajaeg the pandemonium lord
458078 | Zig:22   | Killed Ilamm the pandemonium lord
458078 | Zig:22   | Killed Ischiteigg the pandemonium lord
458079 | Zig:22   | Noticed Yzukub the pandemonium lord
458079 | Zig:22   | Noticed Nyuvvaju the pandemonium lord
458079 | Zig:22   | Killed Xoazalap the pandemonium lord
458081 | Zig:22   | Noticed Utaoba the pandemonium lord
458081 | Zig:22   | Noticed Qenkaowk the pandemonium lord
458083 | Zig:22   | Noticed Ozxet the pandemonium lord
458083 | Zig:22   | Noticed Wames the pandemonium lord
458084 | Zig:22   | Noticed Suiner the pandemonium lord
458084 | Zig:22   | Killed Utaoba the pandemonium lord
458084 | Zig:22   | Killed Desiu the pandemonium lord
458084 | Zig:22   | Killed Anaweel the pandemonium lord
458084 | Zig:22   | Killed Hojuhe the pandemonium lord
458084 | Zig:22   | Killed Koico the pandemonium lord
458084 | Zig:22   | Killed Baot the pandemonium lord
458085 | Zig:22   | Killed Wames the pandemonium lord
458086 | Zig:22   | Noticed Xamm the pandemonium lord
458087 | Zig:22   | Noticed Foedyu the pandemonium lord
458087 | Zig:22   | Killed Cuestroeg the pandemonium lord
458087 | Zig:22   | Killed Ozxet the pandemonium lord
458087 | Zig:22   | Killed Yzukub the pandemonium lord
458087 | Zig:22   | Killed Femadok the pandemonium lord
458087 | Zig:22   | Killed Uffyc the pandemonium lord
458089 | Zig:22   | Noticed Fuchimax the pandemonium lord
458091 | Zig:22   | Noticed Ysunt the pandemonium lord
458091 | Zig:22   | Noticed Pogen the pandemonium lord
458091 | Zig:22   | Killed Pacroq the pandemonium lord
458091 | Zig:22   | Killed Fafaug the pandemonium lord
458091 | Zig:22   | Killed Foedyu the pandemonium lord
458092 | Zig:22   | Noticed Seurch the pandemonium lord
458092 | Zig:22   | Killed Suiner the pandemonium lord
458092 | Zig:22   | Killed Qecre the pandemonium lord
458092 | Zig:22   | Killed Cypyjine the pandemonium lord
458092 | Zig:22   | Killed Pogen the pandemonium lord
458092 | Zig:22   | Killed Mikheics the pandemonium lord
458092 | Zig:22   | Killed Nuos the pandemonium lord
458092 | Zig:22   | Killed Ufoufuva the pandemonium lord
458092 | Zig:22   | Killed Zipla the pandemonium lord
458093 | Zig:22   | Noticed Fylic the pandemonium lord
458093 | Zig:22   | Noticed Hezistra the pandemonium lord
458094 | Zig:22   | Noticed Utoott the pandemonium lord
458095 | Zig:22   | Noticed Witagg the pandemonium lord
458095 | Zig:22   | Killed Kade Dyu the pandemonium lord
458095 | Zig:22   | Killed Kiofoma the pandemonium lord
458095 | Zig:22   | Killed Nyuvvaju the pandemonium lord
458095 | Zig:22   | Killed Tothiy the pandemonium lord
458096 | Zig:22   | Noticed Ciejoas the pandemonium lord
458096 | Zig:22   | Noticed Afuotih the pandemonium lord
458096 | Zig:22   | Noticed Fuowehu the pandemonium lord
458096 | Zig:22   | Killed Loikka Eklyrr the pandemonium lord
458096 | Zig:22   | Killed Niurog the pandemonium lord
458097 | Zig:22   | Noticed Fozac the pandemonium lord
458097 | Zig:22   | Noticed Dutizeets the pandemonium lord
458098 | Zig:22   | Noticed Tailigigu the pandemonium lord
458098 | Zig:22   | Noticed Teikocs the pandemonium lord
458098 | Zig:22   | Killed Selur the pandemonium lord
458098 | Zig:22   | Killed Esesch the pandemonium lord
458099 | Zig:22   | Noticed Azoing the pandemonium lord
458099 | Zig:22   | Killed Xamm the pandemonium lord
458099 | Zig:22   | Killed Afuotih the pandemonium lord
458100 | Zig:22   | Noticed Haycson the pandemonium lord
458100 | Zig:22   | Noticed Xedoudat the pandemonium lord
458100 | Zig:22   | Noticed Jumy Ezxa the pandemonium lord
458101 | Zig:22   | Noticed Fobrosm the pandemonium lord
458101 | Zig:22   | Noticed Nirch the pandemonium lord
458101 | Zig:22   | Noticed Odasemom the pandemonium lord
458101 | Zig:22   | Noticed a juggernaut
458101 | Zig:22   | a juggernaut changed into a golden dragon
458102 | Zig:22   | Noticed Ygrioc the pandemonium lord
458103 | Zig:22   | Killed Seurch the pandemonium lord
458103 | Zig:22   | Killed Ysmydiekha the pandemonium lord
458104 | Zig:22   | Noticed Vaeno the pandemonium lord
458104 | Zig:22   | Noticed Obautio the pandemonium lord
458105 | Zig:22   | Noticed Adig Ahu the pandemonium lord
458105 | Zig:22   | Killed Fylic the pandemonium lord
458106 | Zig:22   | Killed Ykly the pandemonium lord
458106 | Zig:22   | Killed Utoott the pandemonium lord
458107 | Zig:22   | Noticed Duur the pandemonium lord
458107 | Zig:22   | Noticed Hueggoepu the pandemonium lord
458109 | Zig:22   | Killed Duur the pandemonium lord
458110 | Zig:22   | Noticed Siso the pandemonium lord
458110 | Zig:22   | Noticed Puohib the pandemonium lord
458110 | Zig:22   | Killed Adig Ahu the pandemonium lord
458111 | Zig:22   | Noticed Baahoudu the pandemonium lord
458112 | Zig:22   | Noticed Olaiss the pandemonium lord
458112 | Zig:22   | Noticed Diat the pandemonium lord
458112 | Zig:22   | Killed Ygrioc the pandemonium lord
458112 | Zig:22   | Killed Fobrosm the pandemonium lord
458112 | Zig:22   | Killed Arare the pandemonium lord
458112 | Zig:22   | Killed Jumy Ezxa the pandemonium lord
458113 | Zig:22   | Noticed Liep the pandemonium lord
458113 | Zig:22   | Killed Dutizeets the pandemonium lord
458113 | Zig:22   | Killed Qenkaowk the pandemonium lord
458114 | Zig:22   | Noticed Noiss the pandemonium lord
458114 | Zig:22   | Noticed Kuok the pandemonium lord
458114 | Zig:22   | Killed Teikocs the pandemonium lord
458114 | Zig:22   | Killed Siso the pandemonium lord
458115 | Zig:22   | Noticed Winnyif the pandemonium lord
458115 | Zig:22   | Killed Azoing the pandemonium lord
458115 | Zig:22   | Killed Haycson the pandemonium lord
458115 | Zig:22   | Killed Odasemom the pandemonium lord
458116 | Zig:22   | Noticed Guifixur the pandemonium lord
458116 | Zig:22   | Noticed Umujom the pandemonium lord
458116 | Zig:22   | Noticed Higaruin the pandemonium lord
458116 | Zig:22   | Noticed Baubb the pandemonium lord
458116 | Zig:22   | Killed Obautio the pandemonium lord
458117 | Zig:22   | Noticed Poggut Kea the pandemonium lord
458118 | Zig:22   | Noticed Cytivito the pandemonium lord
458118 | Zig:22   | Noticed Josilib the pandemonium lord
458118 | Zig:22   | Killed Baahoudu the pandemonium lord
458119 | Zig:22   | Noticed Puteum the pandemonium lord
458119 | Zig:22   | Noticed Siepp the pandemonium lord
458119 | Zig:22   | Noticed Miucsaa the pandemonium lord
458119 | Zig:22   | Killed Ysunt the pandemonium lord
458120 | Zig:22   | Noticed Kixox the pandemonium lord
458121 | Zig:22   | Noticed Zuul the pandemonium lord
458121 | Zig:22   | Noticed Qixy the pandemonium lord
458122 | Zig:22   | Noticed Zul Bou the pandemonium lord
458122 | Zig:22   | Noticed Plog the pandemonium lord
458122 | Zig:22   | Noticed Nerenudd the pandemonium lord
458122 | Zig:22   | Killed Olaiss the pandemonium lord
458123 | Zig:22   | Noticed Hehar the pandemonium lord
458124 | Zig:22   | Noticed Peosoril the pandemonium lord
458125 | Zig:22   | Noticed Quosh the pandemonium lord
458125 | Zig:22   | Noticed Emoumoch the pandemonium lord
458125 | Zig:22   | Noticed Jetik the pandemonium lord
458127 | Zig:22   | Noticed Nuatuh the pandemonium lord
458128 | Zig:22   | Killed Dastraash the pandemonium lord
458128 | Zig:22   | Killed Daet the pandemonium lord
458130 | Zig:22   | Noticed Jawnouwyg the pandemonium lord
458131 | Zig:22   | Noticed Xuoduof the pandemonium lord
458133 | Zig:22   | Killed Umujom the pandemonium lord
458133 | Zig:22   | Killed Zul Bou the pandemonium lord
458135 | Zig:22   | Noticed Xeciv the pandemonium lord
458135 | Zig:22   | Noticed Mor Vebb the pandemonium lord
458135 | Zig:22   | Noticed Anlaweov the pandemonium lord
458135 | Zig:22   | Noticed Fiseck the pandemonium lord
458135 | Zig:22   | Noticed Udoeloac the pandemonium lord
458135 | Zig:22   | Noticed Xeffov the pandemonium lord
458135 | Zig:22   | Noticed Eckaos the pandemonium lord
458135 | Zig:22   | Noticed Vurhuegy the pandemonium lord
458135 | Zig:22   | Noticed Ilergh the pandemonium lord
458135 | Zig:22   | Noticed Efylawea the pandemonium lord
458135 | Zig:22   | Noticed Quret the pandemonium lord
458135 | Zig:22   | Killed Hezistra the pandemonium lord
458135 | Zig:22   | Killed Winnyif the pandemonium lord
458136 | Zig:22   | Noticed Rudehere the pandemonium lord
458136 | Zig:22   | Noticed Rytikikk the pandemonium lord
458136 | Zig:22   | Noticed Icwo the pandemonium lord
458136 | Zig:22   | Killed Guifixur the pandemonium lord
458136 | Zig:22   | Paralysed by a floating eye for 4 turns
458138 | Zig:22   | Noticed Qaf Mote the pandemonium lord
458141 | Zig:22   | Noticed Isickuqa the pandemonium lord
458141 | Zig:22   | Killed Tailigigu the pandemonium lord
458141 | Zig:22   | Killed Miucsaa the pandemonium lord
458143 | Zig:22   | Noticed Onok the pandemonium lord
458143 | Zig:22   | Noticed Ettiet the pandemonium lord
458143 | Zig:22   | Noticed Fuhas the pandemonium lord
458143 | Zig:22   | Noticed Buzuacam the pandemonium lord
458143 | Zig:22   | Noticed Nuvumeoq the pandemonium lord
458143 | Zig:22   | Noticed Onodien the pandemonium lord
458143 | Zig:22   | Noticed Wobbev the pandemonium lord
458143 | Zig:22   | Noticed Dybool the pandemonium lord
458143 | Zig:22   | Noticed Muwkan the pandemonium lord
458143 | Zig:22   | Noticed Tas Peme the pandemonium lord
458143 | Zig:22   | Noticed Ofuuv the pandemonium lord
458143 | Zig:22   | Noticed Kuigarom the pandemonium lord
458143 | Zig:22   | Noticed Tele the pandemonium lord
458143 | Zig:22   | Noticed Cen Jead the pandemonium lord
458143 | Zig:22   | Noticed Pikladgh the pandemonium lord
458143 | Zig:22   | Noticed Biacly the pandemonium lord
458144 | Zig:22   | Noticed Maisint the pandemonium lord
458149 | Zig:22   | Killed Onodien the pandemonium lord
458149 | Zig:22   | Killed Buzuacam the pandemonium lord
458151 | Zig:22   | Noticed Vugoh the pandemonium lord
458151 | Zig:22   | Killed Dybool the pandemonium lord
458153 | Zig:22   | Killed Wobbev the pandemonium lord
458153 | Zig:22   | Killed Onok the pandemonium lord
458153 | Zig:22   | Killed Fuhas the pandemonium lord
458155 | Zig:22   | Killed Muwkan the pandemonium lord
458158 | Zig:22   | Killed Tele the pandemonium lord
458159 | Zig:22   | Noticed Rawotu the pandemonium lord
458161 | Zig:22   | Killed Ettiet the pandemonium lord
458164 | Zig:22   | Noticed Plog the pandemonium lord
458164 | Zig:22   | Killed Pikladgh the pandemonium lord
458165 | Zig:22   | Killed Nuvumeoq the pandemonium lord
458168 | Zig:22   | Noticed Axyvuud the pandemonium lord
458168 | Zig:22   | Noticed Ijoqum the pandemonium lord
458168 | Zig:22   | Killed Biacly the pandemonium lord
458169 | Zig:22   | Noticed Wykeefo the pandemonium lord
458169 | Zig:22   | Noticed Quqog the pandemonium lord
458169 | Zig:22   | Killed Ofuuv the pandemonium lord
458170 | Zig:22   | Killed Rawotu the pandemonium lord
458171 | Zig:22   | Noticed Tupnoaji the pandemonium lord
458172 | Zig:22   | Noticed Ufidyog the pandemonium lord
458172 | Zig:22   | Noticed Zequt the pandemonium lord
458172 | Zig:22   | Noticed Teguran the pandemonium lord
458174 | Zig:22   | Noticed Dutillum the pandemonium lord
458174 | Zig:22   | Killed Tas Peme the pandemonium lord
458174 | Zig:22   | Killed Josilib the pandemonium lord
458176 | Zig:22   | Killed Kixox the pandemonium lord
458176 | Zig:22   | Killed Maisint the pandemonium lord
458176 | Zig:22   | Killed Vugoh the pandemonium lord
458178 | Zig:22   | Killed Axyvuud the pandemonium lord
458178 | Zig:22   | Killed Plog the pandemonium lord
458178 | Zig:22   | Killed Quqog the pandemonium lord
458181 | Zig:22   | Killed Ijoqum the pandemonium lord
458183 | Zig:22   | Killed Zequt the pandemonium lord
458183 | Zig:22   | Killed Jawnouwyg the pandemonium lord
458183 | Zig:22   | Killed Kuigarom the pandemonium lord
458183 | Zig:22   | Killed Dutillum the pandemonium lord
458184 | Zig:22   | Noticed Bimaett the pandemonium lord
458184 | Zig:22   | Killed Tupnoaji the pandemonium lord
458185 | Zig:22   | Killed Ufidyog the pandemonium lord
458186 | Zig:22   | Noticed Luwarrosh the pandemonium lord
458188 | Zig:22   | Noticed Qunau the pandemonium lord
458188 | Zig:22   | Killed Hueggoepu the pandemonium lord
458190 | Zig:22   | Noticed Yhuzaij the pandemonium lord
458190 | Zig:22   | Noticed Heozxif the pandemonium lord
458191 | Zig:22   | Killed Eckaos the pandemonium lord
458191 | Zig:22   | Killed Diat the pandemonium lord
458192 | Zig:22   | Killed Teguran the pandemonium lord
458193 | Zig:22   | Noticed Teut the pandemonium lord
458193 | Zig:22   | Killed Poggut Kea the pandemonium lord
458193 | Zig:22   | Killed Wykeefo the pandemonium lord
458193 | Zig:22   | Killed Xiunu Laha the pandemonium lord
458193 | Zig:22   | Killed Fuowehu the pandemonium lord
458194 | Zig:22   | Killed Ciejoas the pandemonium lord
458195 | Zig:22   | Noticed Estem the pandemonium lord
458195 | Zig:22   | Noticed Vonkuwof the pandemonium lord
458196 | Zig:22   | Killed Fozac the pandemonium lord
458197 | Zig:22   | Noticed Weelore the pandemonium lord
458197 | Zig:22   | Killed Cen Jead the pandemonium lord
458197 | Zig:22   | Killed Heozxif the pandemonium lord
458197 | Zig:22   | Killed Luwarrosh the pandemonium lord
458197 | Zig:22   | Killed Yhuzaij the pandemonium lord
458198 | Zig:22   | Noticed Semoguth the pandemonium lord
458199 | Zig:22   | Killed Vonkuwof the pandemonium lord
458199 | Zig:22   | Killed Teut the pandemonium lord
458199 | Zig:22   | Killed Bimaett the pandemonium lord
458200 | Zig:22   | Noticed Pompih the pandemonium lord
458203 | Zig:22   | Noticed Yxok the pandemonium lord
458203 | Zig:22   | Killed Siepp the pandemonium lord
458204 | Zig:22   | Killed Higaruin the pandemonium lord
458205 | Zig:22   | Noticed Voilla the pandemonium lord
458206 | Zig:22   | Noticed a juggernaut
458206 | Zig:22   | Noticed Pogaepp the pandemonium lord
458206 | Zig:22   | Killed Kuok the pandemonium lord
458206 | Zig:22   | Killed Quret the pandemonium lord
458207 | Zig:22   | Noticed Onic the pandemonium lord
458208 | Zig:22   | Killed Estem the pandemonium lord
458209 | Zig:22   | Noticed Ducatt the pandemonium lord
458210 | Zig:22   | Killed a juggernaut
458210 | Zig:22   | Killed Weelore the pandemonium lord
458215 | Zig:22   | Noticed Wemejuhefe the pandemonium lord
458215 | Zig:22   | Killed Odoaroat the pandemonium lord
458216 | Zig:22   | Noticed Deuteon the pandemonium lord
458216 | Zig:22   | Noticed Faps the pandemonium lord
458216 | Zig:22   | Killed Onic the pandemonium lord
458216 | Zig:22   | Killed Semoguth the pandemonium lord
458216 | Zig:22   | Killed Pogaepp the pandemonium lord
458216 | Zig:22   | Killed Qunau the pandemonium lord
458217 | Zig:22   | Killed Xeffov the pandemonium lord
458218 | Zig:22   | Killed Yxok the pandemonium lord
458218 | Zig:22   | Killed Ducatt the pandemonium lord
458218 | Zig:22   | Killed Wemejuhefe the pandemonium lord
458219 | Zig:22   | Noticed Kiunilest the pandemonium lord
458219 | Zig:22   | Noticed Zetecs the pandemonium lord
458219 | Zig:22   | Killed Xedoudat the pandemonium lord
458219 | Zig:22   | Killed Voilla the pandemonium lord
458220 | Zig:22   | Killed Kiunilest the pandemonium lord
458221 | Zig:22   | Killed Faps the pandemonium lord
458222 | Zig:22   | Killed Baubb the pandemonium lord
458223 | Zig:22   | Killed Zetecs the pandemonium lord
458231 | Zig:22   | Killed Pompih the pandemonium lord
458231 | Zig:22   | Killed Nuatuh the pandemonium lord
458233 | Zig:22   | Killed Deuteon the pandemonium lord
458234 | Zig:22   | Noticed Siozxuri the pandemonium lord
458235 | Zig:22   | Killed Liep the pandemonium lord
458237 | Zig:22   | Killed Ilergh the pandemonium lord
458237 | Zig:22   | Killed Puohib the pandemonium lord
458237 | Zig:22   | Killed Noiss the pandemonium lord
458237 | Zig:22   | Killed Puteum the pandemonium lord
458237 | Zig:22   | Killed Fiseck the pandemonium lord
458238 | Zig:22   | Noticed Omuthibo the pandemonium lord
458239 | Zig:22   | Killed Mor Vebb the pandemonium lord
458239 | Zig:22   | Killed Quosh the pandemonium lord
458240 | Zig:22   | Noticed Binlote the pandemonium lord
458242 | Zig:22   | Noticed Heifu the pandemonium lord
458242 | Zig:22   | Killed Peosoril the pandemonium lord
458242 | Zig:22   | Killed Omuthibo the pandemonium lord
458242 | Zig:22   | Killed Siozxuri the pandemonium lord
458242 | Zig:22   | Killed Qaf Mote the pandemonium lord
458244 | Zig:22   | Killed Binlote the pandemonium lord
458245 | Zig:22   | Killed Heifu the pandemonium lord
458246 | Zig:22   | Killed Qixy the pandemonium lord
458246 | Zig:22   | Killed Hehar the pandemonium lord
458249 | Zig:22   | Killed Plog the pandemonium lord
458251 | Zig:22   | Killed Udoeloac the pandemonium lord
458252 | Zig:22   | Killed Xeciv the pandemonium lord
458253 | Zig:22   | Killed Rytikikk the pandemonium lord
458253 | Zig:22   | Killed Emoumoch the pandemonium lord
458255 | Zig:22   | Killed Nirch the pandemonium lord
458255 | Zig:22   | Killed Anlaweov the pandemonium lord
458256 | Zig:22   | Noticed Radeoq the pandemonium lord
458257 | Zig:22   | Noticed Paxtim the pandemonium lord
458257 | Zig:22   | Killed Zuul the pandemonium lord
458259 | Zig:22   | Killed Paxtim the pandemonium lord
458259 | Zig:22   | Killed Radeoq the pandemonium lord
458259 | Zig:22   | Killed Isickuqa the pandemonium lord
458261 | Zig:22   | Noticed Ekhlaz the pandemonium lord
458261 | Zig:22   | Killed Witagg the pandemonium lord
458261 | Zig:22   | Killed Jetik the pandemonium lord
458261 | Zig:22   | Killed Ekhlaz the pandemonium lord
458263 | Zig:22   | Killed Usoj the pandemonium lord
458263 | Zig:22   | Killed Mech the pandemonium lord
458263 | Zig:22   | Killed Bucaevya the pandemonium lord
458264 | Zig:22   | Killed Nerenudd the pandemonium lord
458266 | Zig:22   | Killed Vaeno the pandemonium lord
458273 | Zig:22   | Noticed Xelel the pandemonium lord
458273 | Zig:22   | Killed Xuoduof the pandemonium lord
458273 | Zig:22   | Killed Xelel the pandemonium lord
458273 | Zig:22   | Killed Keitux the pandemonium lord
458276 | Zig:22   | Killed Rudehere the pandemonium lord
458279 | Zig:22   | Killed Vurhuegy the pandemonium lord
458282 | Zig:22   | Killed Efylawea the pandemonium lord
458285 | Zig:22   | Noticed Mim Rom the pandemonium lord
458287 | Zig:22   | Killed Icwo the pandemonium lord
458288 | Zig:22   | Killed Mim Rom the pandemonium lord
458292 | Zig:22   | Killed Fuchimax the pandemonium lord
458297 | Zig:22   | Killed Cytivito the pandemonium lord
458417 | Zig:22   | Got a transparent lead ring
458419 | Zig:22   | Identified the ring of Adoggut {Str+4 Int+3 SInv} (You found it on level 22 of a ziggurat)
458453 | Zig:22   | Got a steaming lapis lazuli ring
458455 | Zig:22   | Identified the ring "Umiptef" {rPois MP+9 Slay+2} (You found it on level 22 of a ziggurat)
458460 | Zig:22   | Got a flickering glass ring
458461 | Zig:22   | Identified the ring "Nivut" {-Tele rElec MP+9 Str+5 Stlth+} (You found it on level 22 of a ziggurat)
458489 | Zig:22   | Got an ancient glass ring
458490 | Zig:22   | Identified the ring of Afevyc {rCorr rC+ SInv} (You found it on level 22 of a ziggurat)
458617 | Zig:23   | Entered Level 23 of a ziggurat
458617 | Zig:23   | Noticed an ancient lich
458619 | Zig:23   | Noticed an ancient lich
458619 | Zig:23   | Noticed an ancient lich
458619 | Zig:23   | Noticed an ancient lich
458619 | Zig:23   | Noticed an ancient lich
458619 | Zig:23   | Noticed an ancient lich
458619 | Zig:23   | Noticed an ancient lich
458620 | Zig:23   | Noticed an ancient lich
458621 | Zig:23   | Noticed an ancient lich
458621 | Zig:23   | Noticed an ancient lich
458621 | Zig:23   | Noticed an ancient lich
458621 | Zig:23   | Noticed an ancient lich
458622 | Zig:23   | Killed an ancient lich
458622 | Zig:23   | Killed an ancient lich
458622 | Zig:23   | Killed an ancient lich
458622 | Zig:23   | Killed an ancient lich
458623 | Zig:23   | Noticed an ancient lich
458623 | Zig:23   | Noticed an ancient lich
458623 | Zig:23   | Noticed an ancient lich
458623 | Zig:23   | Killed an ancient lich
458624 | Zig:23   | Killed an ancient lich
458624 | Zig:23   | Killed an ancient lich
458624 | Zig:23   | Killed an ancient lich
458625 | Zig:23   | Killed an ancient lich
458625 | Zig:23   | Killed an ancient lich
458625 | Zig:23   | Killed an ancient lich
458625 | Zig:23   | Killed an ancient lich
458625 | Zig:23   | Killed an ancient lich
458625 | Zig:23   | Killed an ancient lich
458626 | Zig:23   | Noticed an ancient lich
458626 | Zig:23   | Noticed an ancient lich
458626 | Zig:23   | Noticed an ancient lich
458626 | Zig:23   | Killed an ancient lich
458627 | Zig:23   | Noticed an ancient lich
458627 | Zig:23   | Noticed an ancient lich
458627 | Zig:23   | Noticed an ancient lich
458627 | Zig:23   | Noticed an ancient lich
458628 | Zig:23   | Noticed an ancient lich
458628 | Zig:23   | Noticed an ancient lich
458628 | Zig:23   | Noticed an ancient lich
458628 | Zig:23   | Noticed an ancient lich
458628 | Zig:23   | Noticed an ancient lich
458628 | Zig:23   | Noticed an ancient lich
458628 | Zig:23   | Killed an ancient lich
458629 | Zig:23   | Noticed an ancient lich
458629 | Zig:23   | Noticed an ancient lich
458629 | Zig:23   | Noticed an ancient lich
458629 | Zig:23   | Noticed an ancient lich
458629 | Zig:23   | Noticed an ancient lich
458629 | Zig:23   | Noticed an ancient lich
458629 | Zig:23   | Noticed an ancient lich
458629 | Zig:23   | Noticed an ancient lich
458629 | Zig:23   | Noticed an ancient lich
458629 | Zig:23   | Noticed an ancient lich
458630 | Zig:23   | Noticed an ancient lich
458630 | Zig:23   | Noticed an ancient lich
458631 | Zig:23   | Killed an ancient lich
458631 | Zig:23   | Killed an ancient lich
458631 | Zig:23   | Killed an ancient lich
458631 | Zig:23   | Killed an ancient lich
458631 | Zig:23   | Killed an ancient lich
458631 | Zig:23   | Killed an ancient lich
458631 | Zig:23   | Killed an ancient lich
458631 | Zig:23   | Killed an ancient lich
458631 | Zig:23   | Killed an ancient lich
458631 | Zig:23   | Killed an ancient lich
458631 | Zig:23   | Killed an ancient lich
458631 | Zig:23   | Killed an ancient lich
458631 | Zig:23   | Killed an ancient lich
458631 | Zig:23   | Killed an ancient lich
458632 | Zig:23   | Noticed an ancient lich
458632 | Zig:23   | Noticed an ancient lich
458632 | Zig:23   | Noticed an ancient lich
458632 | Zig:23   | Noticed an ancient lich
458633 | Zig:23   | Noticed an ancient lich
458633 | Zig:23   | Killed an ancient lich
458633 | Zig:23   | Killed an ancient lich
458634 | Zig:23   | Noticed an ancient lich
458634 | Zig:23   | Noticed an ancient lich
458634 | Zig:23   | Noticed an ancient lich
458634 | Zig:23   | Noticed an ancient lich
458634 | Zig:23   | Killed an ancient lich
458634 | Zig:23   | Killed an ancient lich
458634 | Zig:23   | Killed an ancient lich
458634 | Zig:23   | Killed an ancient lich
458634 | Zig:23   | Killed an ancient lich
458635 | Zig:23   | Noticed an ancient lich
458635 | Zig:23   | Killed an ancient lich
458636 | Zig:23   | Noticed an ancient lich
458636 | Zig:23   | Noticed an ancient lich
458636 | Zig:23   | Noticed an ancient lich
458636 | Zig:23   | Killed an ancient lich
458636 | Zig:23   | Killed an ancient lich
458636 | Zig:23   | Killed an ancient lich
458636 | Zig:23   | Killed an ancient lich
458637 | Zig:23   | Noticed an ancient lich
458637 | Zig:23   | Noticed an ancient lich
458637 | Zig:23   | Noticed an ancient lich
458637 | Zig:23   | Noticed an ancient lich
458637 | Zig:23   | Killed an ancient lich
458637 | Zig:23   | Killed an ancient lich
458638 | Zig:23   | Noticed an ancient lich
458638 | Zig:23   | Noticed an ancient lich
458638 | Zig:23   | Killed an ancient lich
458638 | Zig:23   | Killed an ancient lich
458638 | Zig:23   | Killed an ancient lich
458638 | Zig:23   | Killed an ancient lich
458638 | Zig:23   | Killed an ancient lich
458638 | Zig:23   | Killed an ancient lich
458639 | Zig:23   | Noticed an ancient lich
458639 | Zig:23   | Noticed an ancient lich
458639 | Zig:23   | Noticed an ancient lich
458639 | Zig:23   | Noticed an ancient lich
458639 | Zig:23   | Noticed an ancient lich
458639 | Zig:23   | Noticed an ancient lich
458639 | Zig:23   | Noticed an ancient lich
458640 | Zig:23   | Noticed an ancient lich
458640 | Zig:23   | Noticed an ancient lich
458640 | Zig:23   | Noticed an ancient lich
458641 | Zig:23   | Noticed an ancient lich
458641 | Zig:23   | Noticed an ancient lich
458641 | Zig:23   | Noticed an ancient lich
458641 | Zig:23   | Killed an ancient lich
458641 | Zig:23   | Killed an ancient lich
458641 | Zig:23   | Killed an ancient lich
458641 | Zig:23   | Killed an ancient lich
458641 | Zig:23   | Killed an ancient lich
458641 | Zig:23   | Killed an ancient lich
458641 | Zig:23   | Killed an ancient lich
458641 | Zig:23   | Killed an ancient lich
458641 | Zig:23   | Killed an ancient lich
458641 | Zig:23   | Killed an ancient lich
458641 | Zig:23   | Killed an ancient lich
458641 | Zig:23   | Killed an ancient lich
458642 | Zig:23   | Noticed an ancient lich
458642 | Zig:23   | Noticed an ancient lich
458642 | Zig:23   | Noticed an ancient lich
458642 | Zig:23   | Noticed an ancient lich
458642 | Zig:23   | Noticed an ancient lich
458642 | Zig:23   | Noticed an ancient lich
458642 | Zig:23   | Noticed an ancient lich
458643 | Zig:23   | Killed an ancient lich
458643 | Zig:23   | Killed an ancient lich
458643 | Zig:23   | Killed an ancient lich
458643 | Zig:23   | Killed an ancient lich
458643 | Zig:23   | Killed an ancient lich
458643 | Zig:23   | Killed an ancient lich
458643 | Zig:23   | Killed an ancient lich
458643 | Zig:23   | Killed an ancient lich
458643 | Zig:23   | Killed an ancient lich
458643 | Zig:23   | Killed an ancient lich
458643 | Zig:23   | Killed an ancient lich
458644 | Zig:23   | Noticed an ancient lich
458644 | Zig:23   | Noticed an ancient lich
458644 | Zig:23   | Noticed an ancient lich
458645 | Zig:23   | Noticed an ancient lich
458645 | Zig:23   | Killed an ancient lich
458646 | Zig:23   | Noticed an ancient lich
458646 | Zig:23   | Killed an ancient lich
458646 | Zig:23   | Killed an ancient lich
458647 | Zig:23   | Noticed an ancient lich
458647 | Zig:23   | Noticed an ancient lich
458647 | Zig:23   | Noticed an ancient lich
458647 | Zig:23   | Noticed an ancient lich
458647 | Zig:23   | Killed an ancient lich
458647 | Zig:23   | Killed an ancient lich
458647 | Zig:23   | Killed an ancient lich
458647 | Zig:23   | Killed an ancient lich
458648 | Zig:23   | Noticed an ancient lich
458648 | Zig:23   | Killed an ancient lich
458648 | Zig:23   | Killed an ancient lich
458648 | Zig:23   | Killed an ancient lich
458648 | Zig:23   | Killed an ancient lich
458649 | Zig:23   | Noticed an ancient lich
458649 | Zig:23   | Noticed an ancient lich
458649 | Zig:23   | Noticed an ancient lich
458649 | Zig:23   | Killed an ancient lich
458649 | Zig:23   | Killed an ancient lich
458649 | Zig:23   | Killed an ancient lich
458649 | Zig:23   | Killed an ancient lich
458649 | Zig:23   | Killed an ancient lich
458650 | Zig:23   | Noticed an ancient lich
458650 | Zig:23   | Noticed an ancient lich
458650 | Zig:23   | Noticed an ancient lich
458650 | Zig:23   | Noticed an ancient lich
458651 | Zig:23   | Noticed an ancient lich
458651 | Zig:23   | Noticed an ancient lich
458651 | Zig:23   | Noticed an ancient lich
458652 | Zig:23   | Noticed an ancient lich
458653 | Zig:23   | Noticed an ancient lich
458653 | Zig:23   | Killed an ancient lich
458653 | Zig:23   | Killed an ancient lich
458653 | Zig:23   | Killed an ancient lich
458653 | Zig:23   | Killed an ancient lich
458653 | Zig:23   | Killed an ancient lich
458653 | Zig:23   | Killed an ancient lich
458653 | Zig:23   | Killed an ancient lich
458654 | Zig:23   | Noticed an ancient lich
458655 | Zig:23   | Killed an ancient lich
458655 | Zig:23   | Killed an ancient lich
458655 | Zig:23   | Killed an ancient lich
458655 | Zig:23   | Killed an ancient lich
458655 | Zig:23   | Killed an ancient lich
458656 | Zig:23   | Noticed an ancient lich
458656 | Zig:23   | Noticed an ancient lich
458656 | Zig:23   | Noticed an ancient lich
458656 | Zig:23   | Noticed an ancient lich
458656 | Zig:23   | Killed an ancient lich
458658 | Zig:23   | Noticed an ancient lich
458658 | Zig:23   | Noticed an ancient lich
458658 | Zig:23   | Noticed an ancient lich
458658 | Zig:23   | Noticed an ancient lich
458658 | Zig:23   | Killed an ancient lich
458660 | Zig:23   | Noticed an ancient lich
458660 | Zig:23   | Noticed an ancient lich
458660 | Zig:23   | Noticed an ancient lich
458661 | Zig:23   | Noticed an ancient lich
458661 | Zig:23   | Noticed an ancient lich
458664 | Zig:23   | Noticed an ancient lich
458665 | Zig:23   | Killed an ancient lich
458665 | Zig:23   | Killed an ancient lich
458665 | Zig:23   | Killed an ancient lich
458665 | Zig:23   | Killed an ancient lich
458665 | Zig:23   | Killed an ancient lich
458665 | Zig:23   | Killed an ancient lich
458665 | Zig:23   | Killed an ancient lich
458665 | Zig:23   | Killed an ancient lich
458665 | Zig:23   | Killed an ancient lich
458665 | Zig:23   | Killed an ancient lich
458665 | Zig:23   | Killed an ancient lich
458665 | Zig:23   | Noticed an ancient lich
458666 | Zig:23   | Killed an ancient lich
458667 | Zig:23   | Noticed an ancient lich
458668 | Zig:23   | Noticed an ancient lich
458669 | Zig:23   | Killed an ancient lich
458670 | Zig:23   | Killed an ancient lich
458674 | Zig:23   | Killed an ancient lich
458674 | Zig:23   | Killed an ancient lich
458679 | Zig:23   | Noticed an ancient lich
458685 | Zig:23   | Killed an ancient lich
458693 | Zig:23   | Got a crude brass amulet
458694 | Zig:23   | Identified the amulet "Zumyhuere" {Gourm rF- rC+++ Int-5 Slay+4} (You found it on level 23 of a ziggurat)
458977 | Zig:24   | Entered Level 24 of a ziggurat
459035 | Zig:24   | Identified the -3 pair of boots "Xumu" {Int+2} (You found it on level 24 of a ziggurat)
459040 | Zig:24   | Got a steaming iron ring
459042 | Zig:24   | Identified the ring of Hiahasao {rCorr Str+6} (You found it on level 24 of a ziggurat)
459338 | Zig:24   | Identified the Volume of Earthen Arcane Weapons
459339 | Zig:24   | Identified Noxudon's Reference Book on the Nocuous Rocks
459437 | Zig:25   | Entered Level 25 of a ziggurat
459515 | Zig:25   | Identified the +0 cloak of Birdsong {+Blink +Fly Str-4} (You found it on level 25 of a ziggurat)
459517 | Zig:25   | Got a heavily runed iron ring
459521 | Zig:25   | Identified the ring "Issoomol" {+Inv +Fly rPois rF- Int+5} (You found it on level 25 of a ziggurat)
459532 | Zig:25   | Identified the +2 pair of gloves "Vafoaler" {+Blink} (You found it on level 25 of a ziggurat)
459534 | Zig:25   | Identified the +0 cloak of Monotheism {rF+++ rC++ rCorr Stlth-} (You found it on level 25 of a ziggurat)
459563 | Zig:25   | Got a transparent lead ring
459564 | Zig:25   | Identified the ring "Ocefab" {Ice rPois Str+4} (You found it on level 25 of a ziggurat)
459578 | Zig:25   | Got a smoking iron ring
459579 | Zig:25   | Identified the ring "Awnooluse" {rCorr rC+ rN+++ Str-5} (You found it on level 25 of a ziggurat)
459585 | Zig:25   | Got a faintly glowing lapis lazuli ring
459586 | Zig:25   | Identified the ring of the Disturbing Orbs {rElec rN+ Str+6} (You found it on level 25 of a ziggurat)
459594 | Zig:25   | Got a faintly glowing lapis lazuli ring
459595 | Zig:25   | Identified the ring "Lonous" {rElec rPois rF+} (You found it on level 25 of a ziggurat)
459864 | Zig:26   | Entered Level 26 of a ziggurat
459960 | Zig:26   | Identified the Papyrus of Congealing Evil Arts
460237 | Zig:26   | Identified the Collected Works on Enchantment
460258 | Zig:26   | Got an ancient turquoise ring
460260 | Zig:26   | Identified the ring "Goen Omo" {rElec rC+ Str+4 Int+6 Dex+3} (You found it on level 26 of a ziggurat)
460263 | Zig:26   | Got a steaming tin amulet
460264 | Zig:26   | Identified the amulet "Jethya Mops" {Inacc Int+3 Stlth+} (You found it on level 26 of a ziggurat)
460437 | Zig:26   | Identified the +2 pair of boots of the Hidden Beggars {MR- rCorr Str+8} (You found it on level 26 of a ziggurat)
460459 | Zig:27   | Entered Level 27 of a ziggurat
460464 | Zig:27   | Noticed a juggernaut
460466 | Zig:27   | Noticed a juggernaut
460467 | Zig:27   | Noticed a juggernaut
460467 | Zig:27   | Noticed a juggernaut
460467 | Zig:27   | Noticed a juggernaut
460467 | Zig:27   | Noticed a juggernaut
460468 | Zig:27   | Noticed a juggernaut
460468 | Zig:27   | Noticed a juggernaut
460468 | Zig:27   | Noticed a juggernaut
460468 | Zig:27   | Noticed a juggernaut
460469 | Zig:27   | Noticed a juggernaut
460470 | Zig:27   | Noticed a juggernaut
460470 | Zig:27   | Noticed a juggernaut
460470 | Zig:27   | Noticed a juggernaut
460471 | Zig:27   | Noticed a juggernaut
460471 | Zig:27   | Noticed a juggernaut
460471 | Zig:27   | Noticed a juggernaut
460471 | Zig:27   | Killed a juggernaut
460471 | Zig:27   | Killed a juggernaut
460472 | Zig:27   | Noticed a juggernaut
460472 | Zig:27   | Killed a juggernaut
460472 | Zig:27   | Killed a juggernaut
460472 | Zig:27   | Killed a juggernaut
460473 | Zig:27   | Noticed a juggernaut
460473 | Zig:27   | Killed a juggernaut
460473 | Zig:27   | Killed a juggernaut
460473 | Zig:27   | Killed a juggernaut
460473 | Zig:27   | Killed a juggernaut
460473 | Zig:27   | Killed a juggernaut
460474 | Zig:27   | Noticed a juggernaut
460474 | Zig:27   | Noticed a juggernaut
460474 | Zig:27   | Killed a juggernaut
460475 | Zig:27   | Noticed a juggernaut
460475 | Zig:27   | Noticed a juggernaut
460475 | Zig:27   | Noticed a juggernaut
460475 | Zig:27   | Noticed a juggernaut
460475 | Zig:27   | Noticed a juggernaut
460475 | Zig:27   | Noticed a juggernaut
460475 | Zig:27   | Noticed a juggernaut
460475 | Zig:27   | Noticed a juggernaut
460475 | Zig:27   | Killed a juggernaut
460475 | Zig:27   | Killed a juggernaut
460476 | Zig:27   | Noticed a juggernaut
460476 | Zig:27   | Noticed a juggernaut
460476 | Zig:27   | Noticed a juggernaut
460476 | Zig:27   | Noticed a juggernaut
460476 | Zig:27   | Noticed a juggernaut
460476 | Zig:27   | Noticed a juggernaut
460476 | Zig:27   | Noticed a juggernaut
460477 | Zig:27   | Noticed a juggernaut
460477 | Zig:27   | Noticed a juggernaut
460477 | Zig:27   | Noticed a juggernaut
460477 | Zig:27   | Killed a juggernaut
460477 | Zig:27   | Killed a juggernaut
460477 | Zig:27   | Killed a juggernaut
460477 | Zig:27   | Killed a juggernaut
460477 | Zig:27   | Killed a juggernaut
460477 | Zig:27   | Killed a juggernaut
460477 | Zig:27   | Killed a juggernaut
460477 | Zig:27   | Killed a juggernaut
460477 | Zig:27   | Killed a juggernaut
460477 | Zig:27   | Killed a juggernaut
460478 | Zig:27   | Noticed a juggernaut
460478 | Zig:27   | Noticed a juggernaut
460478 | Zig:27   | Noticed a juggernaut
460478 | Zig:27   | Noticed a juggernaut
460478 | Zig:27   | Noticed a juggernaut
460478 | Zig:27   | Noticed a juggernaut
460478 | Zig:27   | Noticed a juggernaut
460478 | Zig:27   | Killed a juggernaut
460478 | Zig:27   | Killed a juggernaut
460478 | Zig:27   | Killed a juggernaut
460478 | Zig:27   | Killed a juggernaut
460478 | Zig:27   | Killed a juggernaut
460478 | Zig:27   | Killed a juggernaut
460478 | Zig:27   | Killed a juggernaut
460478 | Zig:27   | Killed a juggernaut
460478 | Zig:27   | Killed a juggernaut
460478 | Zig:27   | Killed a juggernaut
460478 | Zig:27   | Killed a juggernaut
460478 | Zig:27   | Killed a juggernaut
460478 | Zig:27   | Killed a juggernaut
460478 | Zig:27   | Killed a juggernaut
460479 | Zig:27   | Noticed a juggernaut
460479 | Zig:27   | Noticed a juggernaut
460479 | Zig:27   | Noticed a juggernaut
460479 | Zig:27   | Noticed a juggernaut
460479 | Zig:27   | Noticed a juggernaut
460479 | Zig:27   | Noticed a juggernaut
460479 | Zig:27   | Noticed a juggernaut
460479 | Zig:27   | Noticed a juggernaut
460480 | Zig:27   | Noticed a juggernaut
460480 | Zig:27   | Noticed a juggernaut
460480 | Zig:27   | Noticed a juggernaut
460480 | Zig:27   | Noticed a juggernaut
460480 | Zig:27   | Noticed a juggernaut
460480 | Zig:27   | Noticed a juggernaut
460480 | Zig:27   | Noticed a juggernaut
460481 | Zig:27   | Noticed a juggernaut
460481 | Zig:27   | Noticed a juggernaut
460481 | Zig:27   | Killed a juggernaut
460481 | Zig:27   | Killed a juggernaut
460481 | Zig:27   | Noticed a juggernaut
460482 | Zig:27   | Noticed a juggernaut
460482 | Zig:27   | Noticed a juggernaut
460482 | Zig:27   | Noticed a juggernaut
460482 | Zig:27   | Noticed a juggernaut
460482 | Zig:27   | Noticed a juggernaut
460482 | Zig:27   | Killed a juggernaut
460482 | Zig:27   | Killed a juggernaut
460482 | Zig:27   | Killed a juggernaut
460482 | Zig:27   | Killed a juggernaut
460482 | Zig:27   | Killed a juggernaut
460483 | Zig:27   | Noticed a juggernaut
460483 | Zig:27   | Noticed a juggernaut
460483 | Zig:27   | Killed a juggernaut
460483 | Zig:27   | Killed a juggernaut
460483 | Zig:27   | Killed a juggernaut
460483 | Zig:27   | Killed a juggernaut
460483 | Zig:27   | Killed a juggernaut
460484 | Zig:27   | Noticed a juggernaut
460484 | Zig:27   | Noticed a juggernaut
460484 | Zig:27   | Noticed a juggernaut
460484 | Zig:27   | Noticed a juggernaut
460484 | Zig:27   | Noticed a juggernaut
460484 | Zig:27   | Killed a juggernaut
460484 | Zig:27   | Killed a juggernaut
460484 | Zig:27   | Killed a juggernaut
460484 | Zig:27   | Killed a juggernaut
460484 | Zig:27   | Killed a juggernaut
460484 | Zig:27   | Killed a juggernaut
460485 | Zig:27   | Noticed a juggernaut
460485 | Zig:27   | Noticed a juggernaut
460485 | Zig:27   | Noticed a juggernaut
460485 | Zig:27   | Noticed a juggernaut
460485 | Zig:27   | Noticed a juggernaut
460485 | Zig:27   | Noticed a juggernaut
460485 | Zig:27   | Noticed a juggernaut
460485 | Zig:27   | Noticed a juggernaut
460485 | Zig:27   | Noticed a juggernaut
460485 | Zig:27   | Killed a juggernaut
460485 | Zig:27   | Killed a juggernaut
460485 | Zig:27   | Killed a juggernaut
460485 | Zig:27   | Killed a juggernaut
460485 | Zig:27   | Killed a juggernaut
460485 | Zig:27   | Killed a juggernaut
460485 | Zig:27   | Killed a juggernaut
460485 | Zig:27   | Killed a juggernaut
460485 | Zig:27   | Killed a juggernaut
460485 | Zig:27   | Killed a juggernaut
460485 | Zig:27   | Killed a juggernaut
460486 | Zig:27   | Noticed a juggernaut
460486 | Zig:27   | Noticed a juggernaut
460486 | Zig:27   | Noticed a juggernaut
460486 | Zig:27   | Noticed a juggernaut
460486 | Zig:27   | Noticed a juggernaut
460486 | Zig:27   | Noticed a juggernaut
460486 | Zig:27   | Noticed a juggernaut
460486 | Zig:27   | Noticed a juggernaut
460486 | Zig:27   | Noticed a juggernaut
460486 | Zig:27   | Noticed a juggernaut
460487 | Zig:27   | Noticed a juggernaut
460487 | Zig:27   | Noticed a juggernaut
460487 | Zig:27   | Noticed a juggernaut
460487 | Zig:27   | Noticed a juggernaut
460487 | Zig:27   | Noticed a juggernaut
460487 | Zig:27   | Noticed a juggernaut
460487 | Zig:27   | Noticed a juggernaut
460487 | Zig:27   | Killed a juggernaut
460487 | Zig:27   | Killed a juggernaut
460487 | Zig:27   | Killed a juggernaut
460487 | Zig:27   | Killed a juggernaut
460487 | Zig:27   | Killed a juggernaut
460487 | Zig:27   | Killed a juggernaut
460487 | Zig:27   | Killed a juggernaut
460487 | Zig:27   | Killed a juggernaut
460487 | Zig:27   | Killed a juggernaut
460487 | Zig:27   | Killed a juggernaut
460487 | Zig:27   | Killed a juggernaut
460487 | Zig:27   | Killed a juggernaut
460487 | Zig:27   | Killed a juggernaut
460487 | Zig:27   | Killed a juggernaut
460487 | Zig:27   | Killed a juggernaut
460487 | Zig:27   | Killed a juggernaut
460488 | Zig:27   | Noticed a juggernaut
460488 | Zig:27   | Noticed a juggernaut
460488 | Zig:27   | Noticed a juggernaut
460488 | Zig:27   | Noticed a juggernaut
460488 | Zig:27   | Noticed a juggernaut
460488 | Zig:27   | Noticed a juggernaut
460489 | Zig:27   | Noticed a juggernaut
460489 | Zig:27   | Killed a juggernaut
460489 | Zig:27   | Killed a juggernaut
460489 | Zig:27   | Killed a juggernaut
460489 | Zig:27   | Killed a juggernaut
460489 | Zig:27   | Killed a juggernaut
460489 | Zig:27   | Killed a juggernaut
460489 | Zig:27   | Killed a juggernaut
460489 | Zig:27   | Killed a juggernaut
460489 | Zig:27   | Killed a juggernaut
460489 | Zig:27   | Killed a juggernaut
460489 | Zig:27   | Killed a juggernaut
460489 | Zig:27   | Killed a juggernaut
460489 | Zig:27   | Killed a juggernaut
460489 | Zig:27   | Killed a juggernaut
460489 | Zig:27   | Killed a juggernaut
460490 | Zig:27   | Noticed a juggernaut
460490 | Zig:27   | Noticed a juggernaut
460490 | Zig:27   | Noticed a juggernaut
460490 | Zig:27   | Noticed a juggernaut
460490 | Zig:27   | Noticed a juggernaut
460490 | Zig:27   | Noticed a juggernaut
460490 | Zig:27   | Noticed a juggernaut
460490 | Zig:27   | Noticed a juggernaut
460490 | Zig:27   | Noticed a juggernaut
460491 | Zig:27   | Noticed a juggernaut
460491 | Zig:27   | Noticed a juggernaut
460491 | Zig:27   | Noticed a juggernaut
460491 | Zig:27   | Noticed a juggernaut
460491 | Zig:27   | Noticed a juggernaut
460492 | Zig:27   | Noticed a juggernaut
460492 | Zig:27   | Killed a juggernaut
460492 | Zig:27   | Killed a juggernaut
460492 | Zig:27   | Killed a juggernaut
460492 | Zig:27   | Killed a juggernaut
460492 | Zig:27   | Killed a juggernaut
460492 | Zig:27   | Killed a juggernaut
460493 | Zig:27   | Noticed a juggernaut
460493 | Zig:27   | Noticed a juggernaut
460493 | Zig:27   | Killed a juggernaut
460493 | Zig:27   | Killed a juggernaut
460493 | Zig:27   | Killed a juggernaut
460493 | Zig:27   | Killed a juggernaut
460493 | Zig:27   | Killed a juggernaut
460493 | Zig:27   | Killed a juggernaut
460493 | Zig:27   | Killed a juggernaut
460494 | Zig:27   | Noticed a juggernaut
460494 | Zig:27   | Noticed a juggernaut
460494 | Zig:27   | Noticed a juggernaut
460494 | Zig:27   | Noticed a juggernaut
460494 | Zig:27   | Noticed a juggernaut
460494 | Zig:27   | Killed a juggernaut
460494 | Zig:27   | Killed a juggernaut
460494 | Zig:27   | Killed a juggernaut
460494 | Zig:27   | Killed a juggernaut
460494 | Zig:27   | Killed a juggernaut
460494 | Zig:27   | Killed a juggernaut
460494 | Zig:27   | Killed a juggernaut
460494 | Zig:27   | Killed a juggernaut
460494 | Zig:27   | Killed a juggernaut
460495 | Zig:27   | Noticed a juggernaut
460495 | Zig:27   | Noticed a juggernaut
460495 | Zig:27   | Noticed a juggernaut
460495 | Zig:27   | Noticed a juggernaut
460495 | Zig:27   | Noticed a juggernaut
460495 | Zig:27   | Killed a juggernaut
460495 | Zig:27   | Killed a juggernaut
460495 | Zig:27   | Killed a juggernaut
460495 | Zig:27   | Killed a juggernaut
460495 | Zig:27   | Killed a juggernaut
460495 | Zig:27   | Killed a juggernaut
460495 | Zig:27   | Killed a juggernaut
460496 | Zig:27   | Noticed a juggernaut
460496 | Zig:27   | Noticed a juggernaut
460496 | Zig:27   | Noticed a juggernaut
460497 | Zig:27   | Noticed a juggernaut
460497 | Zig:27   | Noticed a juggernaut
460497 | Zig:27   | Noticed a juggernaut
460497 | Zig:27   | Noticed a juggernaut
460498 | Zig:27   | Noticed a juggernaut
460498 | Zig:27   | Noticed a juggernaut
460498 | Zig:27   | Noticed a juggernaut
460499 | Zig:27   | Noticed a juggernaut
460499 | Zig:27   | Killed a juggernaut
460499 | Zig:27   | Killed a juggernaut
460499 | Zig:27   | Killed a juggernaut
460499 | Zig:27   | Killed a juggernaut
460499 | Zig:27   | Killed a juggernaut
460499 | Zig:27   | Killed a juggernaut
460499 | Zig:27   | Killed a juggernaut
460499 | Zig:27   | Killed a juggernaut
460499 | Zig:27   | Killed a juggernaut
460499 | Zig:27   | Killed a juggernaut
460500 | Zig:27   | Killed a juggernaut
460500 | Zig:27   | Killed a juggernaut
460500 | Zig:27   | Killed a juggernaut
460500 | Zig:27   | Killed a juggernaut
460500 | Zig:27   | Killed a juggernaut
460500 | Zig:27   | Killed a juggernaut
460502 | Zig:27   | Killed a juggernaut
460502 | Zig:27   | Killed a juggernaut
460502 | Zig:27   | Killed a juggernaut
460502 | Zig:27   | Killed a juggernaut
460502 | Zig:27   | Killed a juggernaut
460503 | Zig:27   | Noticed a juggernaut
460503 | Zig:27   | Noticed a juggernaut
460503 | Zig:27   | Noticed a juggernaut
460503 | Zig:27   | Noticed a juggernaut
460504 | Zig:27   | Noticed a juggernaut
460508 | Zig:27   | Killed a juggernaut
460509 | Zig:27   | Killed a juggernaut
460512 | Zig:27   | Killed a juggernaut
460512 | Zig:27   | Killed a juggernaut
460512 | Zig:27   | Killed a juggernaut
460529 | Zig:27   | Identified the Grimoire of Congealing Sinister Arts
460556 | Zig:27   | Got a flickering golden ring
460558 | Zig:27   | Identified the ring of the Nightingale {rElec Int+4 Dex+4} (You found it on level 27 of a ziggurat)
460563 | Zig:27   | Got a translucent brass ring
460565 | Zig:27   | Identified the ring "Wetustam" {Str+7 Stlth+} (You found it on level 27 of a ziggurat)
460574 | Zig:27   | Identified the Tome of the Dusty Arsonist
460583 | Zig:27   | Got a scintillating amethyst amulet
460584 | Zig:27   | Identified the amulet of Qatiuh {Regen+ Int+3} (You found it on level 27 of a ziggurat)
460587 | Zig:27   | Got a crude tin ring
460588 | Zig:27   | Identified the ring of Rulunnucw {rC+ AC+5 Int-5 Dex+7 Slay+2} (You found it on level 27 of a ziggurat)
460633 | Zig:27   | Got an ancient steel amulet
460634 | Zig:27   | Identified the amulet "Hureamm" {Inacc rF+} (You found it on level 27 of a ziggurat)
460640 | Zig:27   | Got a slimy zirconium amulet
460641 | Zig:27   | Identified the amulet "Aliast" {Reflect rElec rPois Slay+2 SH+5} (You found it on level 27 of a ziggurat)
460839 | Zig:27   | Got a fine ruby amulet
460840 | Zig:27   | Identified the amulet "Jedos" {Gourm +Inv Int+4 Dex+7 Stlth-} (You found it on level 27 of a ziggurat)
460848 | Zig:27   | Got a fine tin ring
460849 | Zig:27   | Identified the ring "Xywkilue" {*Tele rElec} (You found it on level 27 of a ziggurat)
460853 | Zig:27   | Got a bound sapphire amulet
460854 | Zig:27   | Identified the amulet "Menovol" {Spirit rElec Str+6} (You found it on level 27 of a ziggurat)
461058 | Zig:1    | Entered Level 1 of a ziggurat
461123 | Zig:2    | Entered Level 2 of a ziggurat
461123 | Zig:2    | Noticed an ancient lich
461123 | Zig:2    | Noticed an ancient lich
461123 | Zig:2    | Noticed an ancient lich
461123 | Zig:2    | Noticed an ancient lich
461123 | Zig:2    | Noticed an ancient lich
461123 | Zig:2    | Noticed an ancient lich
461123 | Zig:2    | Noticed an ancient lich
461124 | Zig:2    | Killed an ancient lich
461124 | Zig:2    | Killed an ancient lich
461124 | Zig:2    | Killed an ancient lich
461125 | Zig:2    | Killed an ancient lich
461125 | Zig:2    | Killed an ancient lich
461125 | Zig:2    | Killed an ancient lich
461125 | Zig:2    | Killed an ancient lich
461159 | Zig:3    | Entered Level 3 of a ziggurat
461159 | Zig:3    | Noticed an orb of fire
461159 | Zig:3    | Noticed an orb of fire
461159 | Zig:3    | Noticed an orb of fire
461159 | Zig:3    | Noticed an orb of fire
461159 | Zig:3    | Noticed an orb of fire
461159 | Zig:3    | Noticed an orb of fire
461159 | Zig:3    | Noticed an orb of fire
461159 | Zig:3    | Noticed an orb of fire
461163 | Zig:3    | Noticed an orb of fire
461164 | Zig:3    | Noticed an orb of fire
461164 | Zig:3    | Killed an orb of fire
461164 | Zig:3    | Killed an orb of fire
461165 | Zig:3    | Killed an orb of fire
461165 | Zig:3    | Killed an orb of fire
461167 | Zig:3    | Killed an orb of fire
461167 | Zig:3    | Killed an orb of fire
461170 | Zig:3    | Killed an orb of fire
461179 | Zig:3    | Killed an orb of fire
461184 | Zig:3    | Killed an orb of fire
461194 | Zig:3    | Killed an orb of fire
461261 | Zig:4    | Entered Level 4 of a ziggurat
461320 | Zig:5    | Entered Level 5 of a ziggurat
461355 | Zig:5    | Got a heavily runed turquoise ring
461357 | Zig:5    | Identified the ring "Poec" {rC+ MR+ Stlth+} (You found it on level 5 of a ziggurat)
461459 | Zig:6    | Entered Level 6 of a ziggurat
461484 | Zig:6    | Paralysed by accursed screaming for 2 turns
461561 | Zig:6    | Got a warped bronze amulet
461562 | Zig:6    | Identified the amulet of the Unkillable {RegenMP rPois} (You found it on level 6 of a ziggurat)
461588 | Zig:7    | Entered Level 7 of a ziggurat
461626 | Zig:7    | Identified the Guide on the Oath and the Mountains
461643 | Zig:7    | Got a slimy jade ring
461645 | Zig:7    | Identified the ring "Dyekaeh" {EV+4 Str+4 Dex+5} (You found it on level 7 of a ziggurat)
461713 | Zig:8    | Entered Level 8 of a ziggurat
461742 | Zig:8    | Got an ancient bone ring
461744 | Zig:8    | Identified the ring "Lemmirevext" {rElec MR+ Str+3} (You found it on level 8 of a ziggurat)
461760 | Zig:8    | Identified the Tome of Confrontation
461764 | Zig:8    | Got a heavily runed golden ring
461765 | Zig:8    | Identified the ring of Mufaha {rC++ MR+++ MP-9 Str-3 SInv} (You found it on level 8 of a ziggurat)
461830 | Zig:9    | Entered Level 9 of a ziggurat
462051 | Zig:10   | Entered Level 10 of a ziggurat
462124 | Zig:10   | Got a coiled iron ring
462126 | Zig:10   | Identified the ring of Aroaqot {Fire Stlth+} (You found it on level 10 of a ziggurat)
462133 | Zig:10   | Got a bound amber ring
462134 | Zig:10   | Identified the ring of Qoilox {rElec rF+} (You found it on level 10 of a ziggurat)
462138 | Zig:10   | Got a shimmering tin ring
462139 | Zig:10   | Identified the ring "Tutubehi" {rC- Int+2 Dex+4 Stlth-} (You found it on level 10 of a ziggurat)
462144 | Zig:10   | Got a shimmering golden ring
462145 | Zig:10   | Identified the ring of Poruer {*Tele rElec Slay+2} (You found it on level 10 of a ziggurat)
462246 | Zig:11   | Entered Level 11 of a ziggurat
462426 | Zig:11   | Got a vibrating silver ring
462428 | Zig:11   | Identified the ring of Broken Luck {rC+ Str+2 Stlth-} (You found it on level 11 of a ziggurat)
462484 | Zig:12   | Entered Level 12 of a ziggurat
462518 | Zig:12   | Paralysed by a floating eye for 2 turns
462524 | Zig:12   | Paralysed by a floating eye for 3 turns
462580 | Zig:12   | Identified the Incunabulum of Dark Poison
462587 | Zig:12   | Got a transparent platinum ring
462589 | Zig:12   | Identified the ring of Temperance {Fire Int+5 Dex-2} (You found it on level 12 of a ziggurat)
462601 | Zig:12   | Got a bound brass ring
462602 | Zig:12   | Identified the ring "Vian" {Wiz *Contam rElec rN++ MR+} (You found it on level 12 of a ziggurat)
462604 | Zig:12   | Identified Fugeoleg's Catalogue of Hexes
462611 | Zig:12   | Got a crude lead ring
462612 | Zig:12   | Identified the ring "Mopnan" {rN+ MR+ EV+5 Dex+5} (You found it on level 12 of a ziggurat)
462813 | Zig:12   | Identified the +4 gold dragon scales of the Hall of Blades {+Fly rPois rF+ rC+ Str+2} (You found it on level 12 of a ziggurat)
462818 | Zig:13   | Entered Level 13 of a ziggurat
462818 | Zig:13   | Noticed a greater mummy
462818 | Zig:13   | Noticed a greater mummy
462818 | Zig:13   | Noticed a greater mummy
462818 | Zig:13   | Noticed a greater mummy
462818 | Zig:13   | Noticed a greater mummy
462818 | Zig:13   | Noticed a greater mummy
462818 | Zig:13   | Noticed a greater mummy
462818 | Zig:13   | Noticed a greater mummy
462818 | Zig:13   | Noticed a greater mummy
462818 | Zig:13   | Noticed a greater mummy
462821 | Zig:13   | Noticed a greater mummy
462821 | Zig:13   | Noticed a greater mummy
462821 | Zig:13   | Noticed a greater mummy
462822 | Zig:13   | Noticed a greater mummy
462822 | Zig:13   | Killed a greater mummy
462822 | Zig:13   | Killed a greater mummy
462822 | Zig:13   | Killed a greater mummy
462822 | Zig:13   | Killed a greater mummy
462822 | Zig:13   | Killed a greater mummy
462823 | Zig:13   | Noticed a greater mummy
462823 | Zig:13   | Noticed a greater mummy
462823 | Zig:13   | Noticed a greater mummy
462823 | Zig:13   | Killed a greater mummy
462823 | Zig:13   | Killed a greater mummy
462823 | Zig:13   | Killed a greater mummy
462823 | Zig:13   | Killed a greater mummy
462824 | Zig:13   | Noticed a greater mummy
462825 | Zig:13   | Noticed a greater mummy
462825 | Zig:13   | Noticed a greater mummy
462826 | Zig:13   | Killed a greater mummy
462826 | Zig:13   | Killed a greater mummy
462826 | Zig:13   | Killed a greater mummy
462826 | Zig:13   | Killed a greater mummy
462826 | Zig:13   | Killed a greater mummy
462826 | Zig:13   | Killed a greater mummy
462826 | Zig:13   | Killed a greater mummy
462826 | Zig:13   | Killed a greater mummy
462826 | Zig:13   | Killed a greater mummy
462826 | Zig:13   | Killed a greater mummy
462827 | Zig:13   | Noticed a greater mummy
462827 | Zig:13   | Noticed a greater mummy
462827 | Zig:13   | Noticed a greater mummy
462828 | Zig:13   | Noticed a greater mummy
462829 | Zig:13   | Noticed a greater mummy
462829 | Zig:13   | Killed a greater mummy
462830 | Zig:13   | Noticed a greater mummy
462831 | Zig:13   | Killed a greater mummy
462832 | Zig:13   | Noticed a greater mummy
462832 | Zig:13   | Noticed a greater mummy
462832 | Zig:13   | Noticed a greater mummy
462833 | Zig:13   | Noticed a greater mummy
462833 | Zig:13   | Noticed a greater mummy
462833 | Zig:13   | Noticed a greater mummy
462834 | Zig:13   | Killed a greater mummy
462834 | Zig:13   | Killed a greater mummy
462834 | Zig:13   | Killed a greater mummy
462834 | Zig:13   | Killed a greater mummy
462835 | Zig:13   | Noticed a greater mummy
462835 | Zig:13   | Killed a greater mummy
462835 | Zig:13   | Killed a greater mummy
462835 | Zig:13   | Killed a greater mummy
462835 | Zig:13   | Killed a greater mummy
462836 | Zig:13   | Noticed a greater mummy
462836 | Zig:13   | Killed a greater mummy
462836 | Zig:13   | Killed a greater mummy
462836 | Zig:13   | Killed a greater mummy
462837 | Zig:13   | Noticed a greater mummy
462837 | Zig:13   | Noticed a greater mummy
462838 | Zig:13   | Noticed a greater mummy
462838 | Zig:13   | Killed a greater mummy
462839 | Zig:13   | Noticed a greater mummy
462839 | Zig:13   | Noticed a greater mummy
462839 | Zig:13   | Noticed a greater mummy
462840 | Zig:13   | Noticed a greater mummy
462841 | Zig:13   | Noticed a greater mummy
462841 | Zig:13   | Noticed a greater mummy
462842 | Zig:13   | Noticed a greater mummy
462842 | Zig:13   | Noticed a greater mummy
462842 | Zig:13   | Killed a greater mummy
462842 | Zig:13   | Killed a greater mummy
462842 | Zig:13   | Killed a greater mummy
462842 | Zig:13   | Killed a greater mummy
462842 | Zig:13   | Killed a greater mummy
462843 | Zig:13   | Noticed a greater mummy
462844 | Zig:13   | Noticed a greater mummy
462844 | Zig:13   | Noticed a greater mummy
462844 | Zig:13   | Noticed a greater mummy
462844 | Zig:13   | Noticed a greater mummy
462845 | Zig:13   | Killed a greater mummy
462846 | Zig:13   | Killed a greater mummy
462846 | Zig:13   | Killed a greater mummy
462846 | Zig:13   | Killed a greater mummy
462846 | Zig:13   | Killed a greater mummy
462846 | Zig:13   | Killed a greater mummy
462847 | Zig:13   | Noticed a greater mummy
462847 | Zig:13   | Killed a greater mummy
462847 | Zig:13   | Killed a greater mummy
462847 | Zig:13   | Killed a greater mummy
462847 | Zig:13   | Killed a greater mummy
462850 | Zig:13   | Killed a greater mummy
462850 | Zig:13   | Killed a greater mummy
462853 | Zig:13   | Killed a greater mummy
462873 | Zig:13   | Identified the Collected Works on Igneous Ice
462934 | Zig:13   | Identified the cursed +0 hat of the Vacuum {Dex+3} (You found it on level 13 of a ziggurat)
462945 | Zig:14   | Entered Level 14 of a ziggurat
462946 | Zig:14   | Upgraded the game from 0.19.5 to 0.19.5-1-g796a6487f8
463077 | Zig:14   | Got a steaming iron ring
463079 | Zig:14   | Identified the ring "Jehag" {+Inv rElec rPois Int-4 Stlth+} (You found it on level 14 of a ziggurat)
463108 | Zig:14   | Got a faintly glowing steel ring
463109 | Zig:14   | Identified the ring of Nilaamim {rC+ Stlth-} (You found it on level 14 of a ziggurat)
463198 | Zig:15   | Entered Level 15 of a ziggurat
463265 | Zig:15   | Got a coiled steel amulet
463266 | Zig:15   | Identified the amulet of Namasouk {RegenMP MP+9 Slay+3} (You found it on level 15 of a ziggurat)
463494 | Zig:15   | Identified the +6 fustibalus "Okuihuown" {freeze, *Corrode +Inv Dex+4 Stlth+} (You found it on level 15 of a ziggurat)
463502 | Zig:16   | Entered Level 16 of a ziggurat
463713 | Zig:16   | Identified the cursed +0 pair of gloves of the Turtle {rPois} (You found it on level 16 of a ziggurat)
463746 | Zig:16   | Got a coiled bronze ring
463748 | Zig:16   | Identified the ring of Tibucep {Fire *Drain rElec Str+2 SInv} (You found it on level 16 of a ziggurat)
463758 | Zig:16   | Got a scorched granite ring
463759 | Zig:16   | Identified the ring "Upohuq" {rPois rF+ rC+ Int-5 SInv} (You found it on level 16 of a ziggurat)
463813 | Zig:16   | Identified the Disquisition on Lightness and Hexes
463822 | Zig:17   | Entered Level 17 of a ziggurat
463916 | Zig:17   | Identified Cysmedu's Papyrus of the Voyage and Bewitchment
463925 | Zig:17   | Got a smoking bone ring
463926 | Zig:17   | Identified the ring of Igely {Fire rPois Stlth+} (You found it on level 17 of a ziggurat)
464115 | Zig:17   | Identified the Incunabulum of Ashen Protection
464219 | Zig:18   | Entered Level 18 of a ziggurat
464219 | Zig:18   | Noticed Diowes the pandemonium lord
464219 | Zig:18   | Noticed Wobruety the pandemonium lord
464219 | Zig:18   | Noticed Mizyol the pandemonium lord
464219 | Zig:18   | Noticed Rulummy the pandemonium lord
464219 | Zig:18   | Noticed Veampysh the pandemonium lord
464219 | Zig:18   | Noticed Ofodun the pandemonium lord
464219 | Zig:18   | Noticed Ichurefi the pandemonium lord
464219 | Zig:18   | Noticed Weoboum the pandemonium lord
464219 | Zig:18   | Noticed Wekli the pandemonium lord
464219 | Zig:18   | Noticed Zoetwu the pandemonium lord
464219 | Zig:18   | Noticed Daxugiff the pandemonium lord
464219 | Zig:18   | Noticed Qecagag the pandemonium lord
464219 | Zig:18   | Noticed Oteruog the pandemonium lord
464219 | Zig:18   | Noticed Kuggyuce the pandemonium lord
464219 | Zig:18   | Noticed Nount the pandemonium lord
464219 | Zig:18   | Noticed Richyfy the pandemonium lord
464219 | Zig:18   | Noticed Wuheem the pandemonium lord
464219 | Zig:18   | Noticed Yqolih the pandemonium lord
464219 | Zig:18   | Noticed Puezahaj the pandemonium lord
464219 | Zig:18   | Noticed Imoru the pandemonium lord
464219 | Zig:18   | Noticed Kuadwir the pandemonium lord
464219 | Zig:18   | Noticed Ziedoxok the pandemonium lord
464219 | Zig:18   | Noticed Zoitin the pandemonium lord
464219 | Zig:18   | Noticed Ytacicux the pandemonium lord
464219 | Zig:18   | Noticed Jucritry the pandemonium lord
464219 | Zig:18   | Noticed Doap the pandemonium lord
464219 | Zig:18   | Noticed Polue the pandemonium lord
464219 | Zig:18   | Noticed Tannuasm the pandemonium lord
464219 | Zig:18   | Noticed Masauch the pandemonium lord
464219 | Zig:18   | Noticed Moudghen the pandemonium lord
464219 | Zig:18   | Noticed Poch the pandemonium lord
464219 | Zig:18   | Noticed Buraroig the pandemonium lord
464219 | Zig:18   | Noticed Pecroomi the pandemonium lord
464219 | Zig:18   | Noticed Waul the pandemonium lord
464219 | Zig:18   | Noticed Lueptett the pandemonium lord
464219 | Zig:18   | Noticed Wujinu the pandemonium lord
464219 | Zig:18   | Noticed Yryteav the pandemonium lord
464219 | Zig:18   | Noticed Zuxzasch the pandemonium lord
464219 | Zig:18   | Noticed Uleqynla the pandemonium lord
464219 | Zig:18   | Noticed Coereb the pandemonium lord
464219 | Zig:18   | Noticed Taem the pandemonium lord
464219 | Zig:18   | Noticed Ynuwnej the pandemonium lord
464219 | Zig:18   | Noticed Rojobla the pandemonium lord
464219 | Zig:18   | Noticed Risecv Utun the pandemonium lord
464221 | Zig:18   | Noticed Buif the pandemonium lord
464221 | Zig:18   | Noticed Xilaach the pandemonium lord
464222 | Zig:18   | Noticed Modiunlo the pandemonium lord
464222 | Zig:18   | Noticed Yjicimek the pandemonium lord
464222 | Zig:18   | Noticed Sopt the pandemonium lord
464222 | Zig:18   | Noticed Jufaamy the pandemonium lord
464222 | Zig:18   | Noticed Kumm the pandemonium lord
464222 | Zig:18   | Noticed Temic the pandemonium lord
464222 | Zig:18   | Killed Kuggyuce the pandemonium lord
464223 | Zig:18   | Noticed Buaxt the pandemonium lord
464223 | Zig:18   | Noticed Cuteluon the pandemonium lord
464223 | Zig:18   | Killed Oteruog the pandemonium lord
464223 | Zig:18   | Killed Coereb the pandemonium lord
464223 | Zig:18   | Killed Polue the pandemonium lord
464223 | Zig:18   | Killed Ynuwnej the pandemonium lord
464223 | Zig:18   | Killed Uleqynla the pandemonium lord
464223 | Zig:18   | Killed Pecroomi the pandemonium lord
464223 | Zig:18   | Killed Risecv Utun the pandemonium lord
464223 | Zig:18   | Killed Taem the pandemonium lord
464223 | Zig:18   | Killed Ziedoxok the pandemonium lord
464223 | Zig:18   | Killed Ytacicux the pandemonium lord
464223 | Zig:18   | Killed Xilaach the pandemonium lord
464223 | Zig:18   | Killed Buraroig the pandemonium lord
464223 | Zig:18   | Killed Zuxzasch the pandemonium lord
464223 | Zig:18   | Killed Doap the pandemonium lord
464224 | Zig:18   | Noticed Keytatih the pandemonium lord
464224 | Zig:18   | Noticed Vyabio the pandemonium lord
464224 | Zig:18   | Noticed Xep Jal the pandemonium lord
464224 | Zig:18   | Killed Tannuasm the pandemonium lord
464224 | Zig:18   | Killed Rojobla the pandemonium lord
464224 | Zig:18   | Killed Nount the pandemonium lord
464224 | Zig:18   | Killed Wekli the pandemonium lord
464224 | Zig:18   | Killed Ichurefi the pandemonium lord
464224 | Zig:18   | Killed Richyfy the pandemonium lord
464225 | Zig:18   | Noticed Laadosydi the pandemonium lord
464225 | Zig:18   | Noticed Yruecata the pandemonium lord
464225 | Zig:18   | Noticed Teloduil the pandemonium lord
464225 | Zig:18   | Noticed Migh the pandemonium lord
464225 | Zig:18   | Killed Zoitin the pandemonium lord
464225 | Zig:18   | Killed Waul the pandemonium lord
464225 | Zig:18   | Killed Imoru the pandemonium lord
464225 | Zig:18   | Killed Yqolih the pandemonium lord
464225 | Zig:18   | Killed Wuheem the pandemonium lord
464225 | Zig:18   | Killed Diowes the pandemonium lord
464226 | Zig:18   | Noticed Rouqeop the pandemonium lord
464226 | Zig:18   | Killed Masauch the pandemonium lord
464226 | Zig:18   | Killed Wujinu the pandemonium lord
464226 | Zig:18   | Killed Qecagag the pandemonium lord
464226 | Zig:18   | Killed Mizyol the pandemonium lord
464226 | Zig:18   | Killed Weoboum the pandemonium lord
464227 | Zig:18   | Noticed Qyugg the pandemonium lord
464227 | Zig:18   | Noticed Mebexienk the pandemonium lord
464228 | Zig:18   | Noticed Ynwic the pandemonium lord
464228 | Zig:18   | Noticed Avumait the pandemonium lord
464228 | Zig:18   | Noticed Viukum the pandemonium lord
464228 | Zig:18   | Killed Buif the pandemonium lord
464230 | Zig:18   | Noticed Goom Hyw the pandemonium lord
464230 | Zig:18   | Noticed Nenucock the pandemonium lord
464230 | Zig:18   | Killed Zoetwu the pandemonium lord
464230 | Zig:18   | Killed Keytatih the pandemonium lord
464230 | Zig:18   | Killed Yryteav the pandemonium lord
464230 | Zig:18   | Killed Sopt the pandemonium lord
464231 | Zig:18   | Noticed Pemog the pandemonium lord
464233 | Zig:18   | Killed Yruecata the pandemonium lord
464233 | Zig:18   | Killed Modiunlo the pandemonium lord
464233 | Zig:18   | Killed Daxugiff the pandemonium lord
464233 | Zig:18   | Killed Viukum the pandemonium lord
464236 | Zig:18   | Killed Teloduil the pandemonium lord
464237 | Zig:18   | Noticed Fomusout the pandemonium lord
464237 | Zig:18   | Killed Migh the pandemonium lord
464238 | Zig:18   | Noticed Uloudamo the pandemonium lord
464238 | Zig:18   | Killed Rouqeop the pandemonium lord
464238 | Zig:18   | Killed Moudghen the pandemonium lord
464238 | Zig:18   | Killed Qyugg the pandemonium lord
464238 | Zig:18   | Killed Lueptett the pandemonium lord
464238 | Zig:18   | Killed Vyabio the pandemonium lord
464238 | Zig:18   | Killed Rulummy the pandemonium lord
464238 | Zig:18   | Killed Xep Jal the pandemonium lord
464238 | Zig:18   | Killed Ofodun the pandemonium lord
464239 | Zig:18   | Noticed Hax Oprumn the pandemonium lord
464239 | Zig:18   | Noticed Pereom the pandemonium lord
464239 | Zig:18   | Killed Puezahaj the pandemonium lord
464239 | Zig:18   | Killed Pemog the pandemonium lord
464239 | Zig:18   | Killed Kumm the pandemonium lord
464239 | Zig:18   | Killed Kuadwir the pandemonium lord
464239 | Zig:18   | Killed Yjicimek the pandemonium lord
464239 | Zig:18   | Killed Goom Hyw the pandemonium lord
464240 | Zig:18   | Noticed Onitett the pandemonium lord
464240 | Zig:18   | Noticed Wotwerch the pandemonium lord
464241 | Zig:18   | Noticed Wutess the pandemonium lord
464241 | Zig:18   | Killed Laadosydi the pandemonium lord
464241 | Zig:18   | Killed Ynwic the pandemonium lord
464242 | Zig:18   | Noticed Lodynan the pandemonium lord
464242 | Zig:18   | Noticed Fyixt the pandemonium lord
464242 | Zig:18   | Killed Veampysh the pandemonium lord
464242 | Zig:18   | Killed Hax Oprumn the pandemonium lord
464242 | Zig:18   | Killed Temic the pandemonium lord
464242 | Zig:18   | Killed Tolaur the pandemonium lord
464242 | Zig:18   | Killed Wobruety the pandemonium lord
464242 | Zig:18   | Killed Cuteluon the pandemonium lord
464242 | Zig:18   | Killed Onitett the pandemonium lord
464242 | Zig:18   | Killed Uloudamo the pandemonium lord
464242 | Zig:18   | Killed Poch the pandemonium lord
464242 | Zig:18   | Killed Jucritry the pandemonium lord
464243 | Zig:18   | Killed Jufaamy the pandemonium lord
464243 | Zig:18   | Killed Wutess the pandemonium lord
464243 | Zig:18   | Killed Lodynan the pandemonium lord
464243 | Zig:18   | Killed Nenucock the pandemonium lord
464243 | Zig:18   | Killed Wotwerch the pandemonium lord
464243 | Zig:18   | Killed Dokhlenur the pandemonium lord
464246 | Zig:18   | Noticed Oreuh the pandemonium lord
464246 | Zig:18   | Noticed Vineocsomi the pandemonium lord
464246 | Zig:18   | Killed Fomusout the pandemonium lord
464246 | Zig:18   | Killed Avumait the pandemonium lord
464246 | Zig:18   | Killed Pereom the pandemonium lord
464248 | Zig:18   | Noticed Deleumap the pandemonium lord
464250 | Zig:18   | Noticed Heismema the pandemonium lord
464250 | Zig:18   | Noticed Nixzolips the pandemonium lord
464251 | Zig:18   | Noticed Wukh the pandemonium lord
464251 | Zig:18   | Noticed Xor Gist the pandemonium lord
464251 | Zig:18   | Noticed Zituiff the pandemonium lord
464251 | Zig:18   | Noticed Paka Syuhu the pandemonium lord
464251 | Zig:18   | Killed Mebexienk the pandemonium lord
464252 | Zig:18   | Noticed Joqow the pandemonium lord
464253 | Zig:18   | Noticed Epto Ova the pandemonium lord
464253 | Zig:18   | Noticed Esetes Tonni the pandemonium lord
464254 | Zig:18   | Noticed Dygiatum the pandemonium lord
464254 | Zig:18   | Killed Buaxt the pandemonium lord
464255 | Zig:18   | Noticed Vethixti the pandemonium lord
464256 | Zig:18   | Noticed Naedaj the pandemonium lord
464256 | Zig:18   | Noticed Wuidghoal the pandemonium lord
464256 | Zig:18   | Killed Dygiatum the pandemonium lord
464256 | Zig:18   | Killed Vineocsomi the pandemonium lord
464256 | Zig:18   | Killed Zituiff the pandemonium lord
464256 | Zig:18   | Killed Deleumap the pandemonium lord
464257 | Zig:18   | Noticed Punynibb the pandemonium lord
464258 | Zig:18   | Killed Esetes Tonni the pandemonium lord
464259 | Zig:18   | Noticed Supirid the pandemonium lord
464259 | Zig:18   | Noticed Vokhaj the pandemonium lord
464259 | Zig:18   | Killed Oreuh the pandemonium lord
464260 | Zig:18   | Killed Nixzolips the pandemonium lord
464261 | Zig:18   | Noticed Alihian the pandemonium lord
464261 | Zig:18   | Noticed Tuokimim the pandemonium lord
464261 | Zig:18   | Noticed Siyl the pandemonium lord
464261 | Zig:18   | Noticed Woubasenaf the pandemonium lord
464262 | Zig:18   | Noticed Vuuf the pandemonium lord
464262 | Zig:18   | Noticed Deduc the pandemonium lord
464262 | Zig:18   | Noticed Sageodet the pandemonium lord
464262 | Zig:18   | Noticed Ataabuth the pandemonium lord
464262 | Zig:18   | Noticed Aloc the pandemonium lord
464262 | Zig:18   | Killed Aloc the pandemonium lord
464262 | Zig:18   | Killed Fyixt the pandemonium lord
464262 | Zig:18   | Killed Xor Gist the pandemonium lord
464263 | Zig:18   | Noticed Obiedghoo the pandemonium lord
464263 | Zig:18   | Killed Paka Syuhu the pandemonium lord
464263 | Zig:18   | Killed Naedaj the pandemonium lord
464263 | Zig:18   | Killed Vokhaj the pandemonium lord
464264 | Zig:18   | Noticed Diodiewn the pandemonium lord
464264 | Zig:18   | Noticed Issox the pandemonium lord
464265 | Zig:18   | Noticed Othuh the pandemonium lord
464266 | Zig:18   | Noticed Ikufan the pandemonium lord
464266 | Zig:18   | Killed Epto Ova the pandemonium lord
464267 | Zig:18   | Noticed Jiargh the pandemonium lord
464267 | Zig:18   | Killed Heismema the pandemonium lord
464268 | Zig:18   | Noticed Ammot the pandemonium lord
464269 | Zig:18   | Noticed Juymm the pandemonium lord
464270 | Zig:18   | Noticed Roisisme the pandemonium lord
464270 | Zig:18   | Killed Supirid the pandemonium lord
464272 | Zig:18   | Killed Tuokimim the pandemonium lord
464273 | Zig:18   | Killed Alihian the pandemonium lord
464273 | Zig:18   | Killed Othuh the pandemonium lord
464273 | Zig:18   | Killed Diodiewn the pandemonium lord
464273 | Zig:18   | Killed Ataabuth the pandemonium lord
464274 | Zig:18   | Noticed Busat the pandemonium lord
464275 | Zig:18   | Noticed Toot the pandemonium lord
464275 | Zig:18   | Noticed Ugherch the pandemonium lord
464276 | Zig:18   | Noticed Ellen the pandemonium lord
464276 | Zig:18   | Noticed Nuzairgh the pandemonium lord
464276 | Zig:18   | Noticed Uhigeoz the pandemonium lord
464276 | Zig:18   | Noticed Xiejy the pandemonium lord
464276 | Zig:18   | Noticed Cuilad the pandemonium lord
464276 | Zig:18   | Killed Cuilad the pandemonium lord
464276 | Zig:18   | Killed Jiargh the pandemonium lord
464277 | Zig:18   | Noticed Koali the pandemonium lord
464277 | Zig:18   | Noticed Woukusk the pandemonium lord
464278 | Zig:18   | Noticed Oleus the pandemonium lord
464278 | Zig:18   | Noticed Fepedgh the pandemonium lord
464278 | Zig:18   | Killed Vuuf the pandemonium lord
464278 | Zig:18   | Killed Busat the pandemonium lord
464279 | Zig:18   | Noticed Efekolik the pandemonium lord
464279 | Zig:18   | Killed Toot the pandemonium lord
464279 | Zig:18   | Killed Joqow the pandemonium lord
464280 | Zig:18   | Noticed Tohawoodu the pandemonium lord
464280 | Zig:18   | Noticed Doureys the pandemonium lord
464280 | Zig:18   | Noticed Cofewn the pandemonium lord
464280 | Zig:18   | Killed Punynibb the pandemonium lord
464280 | Zig:18   | Killed Woukusk the pandemonium lord
464280 | Zig:18   | Killed Ugherch the pandemonium lord
464280 | Zig:18   | Killed Ammot the pandemonium lord
464280 | Zig:18   | Killed Juymm the pandemonium lord
464280 | Zig:18   | Killed Siyl the pandemonium lord
464280 | Zig:18   | Killed Obiedghoo the pandemonium lord
464280 | Zig:18   | Killed Roisisme the pandemonium lord
464280 | Zig:18   | Killed Nuzairgh the pandemonium lord
464281 | Zig:18   | Killed Ikufan the pandemonium lord
464282 | Zig:18   | Noticed Riow the pandemonium lord
464282 | Zig:18   | Noticed Xajeba the pandemonium lord
464282 | Zig:18   | Noticed Suog the pandemonium lord
464282 | Zig:18   | Killed Xiejy the pandemonium lord
464282 | Zig:18   | Killed Fianib the pandemonium lord
464282 | Zig:18   | Killed Woubasenaf the pandemonium lord
464282 | Zig:18   | Killed Sageodet the pandemonium lord
464282 | Zig:18   | Killed Cofewn the pandemonium lord
464283 | Zig:18   | Noticed Idwat the pandemonium lord
464283 | Zig:18   | Noticed Unagacoz the pandemonium lord
464284 | Zig:18   | Noticed Eniepout the pandemonium lord
464284 | Zig:18   | Noticed Doudeh the pandemonium lord
464284 | Zig:18   | Noticed Sadghas the pandemonium lord
464285 | Zig:18   | Noticed Zevvor the pandemonium lord
464285 | Zig:18   | Noticed Futohuv the pandemonium lord
464285 | Zig:18   | Killed Zevvor the pandemonium lord
464285 | Zig:18   | Killed Fepedgh the pandemonium lord
464285 | Zig:18   | Killed Vethixti the pandemonium lord
464285 | Zig:18   | Killed Suog the pandemonium lord
464285 | Zig:18   | Killed Doudeh the pandemonium lord
464285 | Zig:18   | Killed Xajeba the pandemonium lord
464285 | Zig:18   | Killed Uhigeoz the pandemonium lord
464286 | Zig:18   | Noticed Dettefots the pandemonium lord
464287 | Zig:18   | Killed Wukh the pandemonium lord
464287 | Zig:18   | Killed Oleus the pandemonium lord
464287 | Zig:18   | Killed Futohuv the pandemonium lord
464288 | Zig:18   | Killed Idwat the pandemonium lord
464289 | Zig:18   | Killed Diddanti the pandemonium lord
464289 | Zig:18   | Killed Deduc the pandemonium lord
464290 | Zig:18   | Noticed Xiunud the pandemonium lord
464290 | Zig:18   | Noticed Zoitit the pandemonium lord
464290 | Zig:18   | Noticed Irawoicw the pandemonium lord
464291 | Zig:18   | Noticed Leikig the pandemonium lord
464291 | Zig:18   | Noticed Mentick the pandemonium lord
464292 | Zig:18   | Noticed Mutteock the pandemonium lord
464293 | Zig:18   | Noticed Uqaowop the pandemonium lord
464293 | Zig:18   | Noticed Sefai the pandemonium lord
464293 | Zig:18   | Killed Doureys the pandemonium lord
464293 | Zig:18   | Killed Efekolik the pandemonium lord
464294 | Zig:18   | Noticed Jubraxo the pandemonium lord
464295 | Zig:18   | Noticed Fidep the pandemonium lord
464295 | Zig:18   | Killed Ellen the pandemonium lord
464296 | Zig:18   | Killed Dettefots the pandemonium lord
464296 | Zig:18   | Killed Wuidghoal the pandemonium lord
464297 | Zig:18   | Noticed Nuly the pandemonium lord
464297 | Zig:18   | Noticed Mudamm the pandemonium lord
464297 | Zig:18   | Noticed Deoc the pandemonium lord
464297 | Zig:18   | Killed Unagacoz the pandemonium lord
464297 | Zig:18   | Killed Riow the pandemonium lord
464297 | Zig:18   | Killed Koali the pandemonium lord
464297 | Zig:18   | Killed Mentick the pandemonium lord
464297 | Zig:18   | Killed Fidep the pandemonium lord
464297 | Zig:18   | Killed Eniepout the pandemonium lord
464298 | Zig:18   | Noticed Ekhlusan the pandemonium lord
464298 | Zig:18   | Noticed Caxi the pandemonium lord
464299 | Zig:18   | Noticed Lupheiwn the pandemonium lord
464299 | Zig:18   | Noticed Rozih the pandemonium lord
464299 | Zig:18   | Noticed Tiubig the pandemonium lord
464299 | Zig:18   | Noticed Misefruuri the pandemonium lord
464299 | Zig:18   | Killed Sadghas the pandemonium lord
464299 | Zig:18   | Killed Zoitit the pandemonium lord
464299 | Zig:18   | Killed Issox the pandemonium lord
464299 | Zig:18   | Killed Mutteock the pandemonium lord
464299 | Zig:18   | Killed Nuly the pandemonium lord
464299 | Zig:18   | Killed Deoc the pandemonium lord
464299 | Zig:18   | Killed Xiunud the pandemonium lord
464299 | Zig:18   | Killed Sefai the pandemonium lord
464300 | Zig:18   | Noticed Weuhao the pandemonium lord
464300 | Zig:18   | Noticed Giogh the pandemonium lord
464301 | Zig:18   | Noticed Niakeo the pandemonium lord
464302 | Zig:18   | Noticed Fuh Gyecumu the pandemonium lord
464302 | Zig:18   | Noticed Enixyoh the pandemonium lord
464302 | Zig:18   | Noticed Zugusol the pandemonium lord
464304 | Zig:18   | Noticed Siriakhli the pandemonium lord
464304 | Zig:18   | Noticed Xytexak the pandemonium lord
464304 | Zig:18   | Killed Uqaowop the pandemonium lord
464304 | Zig:18   | Killed Leikig the pandemonium lord
464305 | Zig:18   | Noticed Ykhim the pandemonium lord
464306 | Zig:18   | Noticed Ecwesso the pandemonium lord
464306 | Zig:18   | Noticed Ikiucoxo the pandemonium lord
464306 | Zig:18   | Noticed Duhus the pandemonium lord
464306 | Zig:18   | Killed Rozih the pandemonium lord
464307 | Zig:18   | Noticed Ecayshou the pandemonium lord
464307 | Zig:18   | Noticed Doawnou the pandemonium lord
464307 | Zig:18   | Noticed Xeit the pandemonium lord
464307 | Zig:18   | Noticed Wytsokam the pandemonium lord
464307 | Zig:18   | Killed Mudamm the pandemonium lord
464307 | Zig:18   | Killed Misefruuri the pandemonium lord
464307 | Zig:18   | Killed Weuhao the pandemonium lord
464309 | Zig:18   | Noticed Dokuibene the pandemonium lord
464309 | Zig:18   | Killed Irawoicw the pandemonium lord
464310 | Zig:18   | Noticed Qab Xomi the pandemonium lord
464310 | Zig:18   | Noticed Teskuxi the pandemonium lord
464310 | Zig:18   | Noticed Iweag the pandemonium lord
464310 | Zig:18   | Noticed Duokeq the pandemonium lord
464311 | Zig:18   | Noticed Uduvvavy the pandemonium lord
464311 | Zig:18   | Killed Ekhlusan the pandemonium lord
464312 | Zig:18   | Noticed Yjicood the pandemonium lord
464312 | Zig:18   | Killed Tiubig the pandemonium lord
464312 | Zig:18   | Killed Fuh Gyecumu the pandemonium lord
464312 | Zig:18   | Killed Teskuxi the pandemonium lord
464313 | Zig:18   | Noticed Kyppi the pandemonium lord
464313 | Zig:18   | Noticed Jeshah the pandemonium lord
464313 | Zig:18   | Noticed Haeli the pandemonium lord
464313 | Zig:18   | Killed Haeli the pandemonium lord
464313 | Zig:18   | Killed Lupheiwn the pandemonium lord
464313 | Zig:18   | Killed Siriakhli the pandemonium lord
464313 | Zig:18   | Killed Xytexak the pandemonium lord
464313 | Zig:18   | Killed Duhus the pandemonium lord
464313 | Zig:18   | Killed Dokuibene the pandemonium lord
464314 | Zig:18   | Noticed Coereopn the pandemonium lord
464314 | Zig:18   | Noticed Hozeq the pandemonium lord
464314 | Zig:18   | Killed Caxi the pandemonium lord
464314 | Zig:18   | Killed Niakeo the pandemonium lord
464314 | Zig:18   | Killed Wytsokam the pandemonium lord
464314 | Zig:18   | Killed Jubraxo the pandemonium lord
464314 | Zig:18   | Killed Enixyoh the pandemonium lord
464314 | Zig:18   | Killed Ecayshou the pandemonium lord
464314 | Zig:18   | Killed Tohawoodu the pandemonium lord
464314 | Zig:18   | Killed Zugusol the pandemonium lord
464314 | Zig:18   | Killed Ikiucoxo the pandemonium lord
464314 | Zig:18   | Killed Doawnou the pandemonium lord
464315 | Zig:18   | Killed Ykhim the pandemonium lord
464315 | Zig:18   | Killed Giogh the pandemonium lord
464316 | Zig:18   | Noticed Nennab the pandemonium lord
464316 | Zig:18   | Noticed Ushes the pandemonium lord
464316 | Zig:18   | Noticed Duvag the pandemonium lord
464316 | Zig:18   | Noticed Souj Jirgh the pandemonium lord
464317 | Zig:18   | Noticed Eschy the pandemonium lord
464317 | Zig:18   | Noticed Racyz the pandemonium lord
464317 | Zig:18   | Noticed Sesmi Zogg the pandemonium lord
464317 | Zig:18   | Noticed Bufatwiy the pandemonium lord
464318 | Zig:18   | Noticed Mait Ziarr the pandemonium lord
464318 | Zig:18   | Noticed Bostotwu the pandemonium lord
464318 | Zig:18   | Noticed Fuphytuy the pandemonium lord
464318 | Zig:18   | Noticed Qecuir the pandemonium lord
464321 | Zig:18   | Noticed Xeimavy the pandemonium lord
464321 | Zig:18   | Killed Kyppi the pandemonium lord
464322 | Zig:18   | Noticed Vaysh the pandemonium lord
464322 | Zig:18   | Noticed Delidiriets the pandemonium lord
464322 | Zig:18   | Noticed Jogir the pandemonium lord
464322 | Zig:18   | Killed Sesmi Zogg the pandemonium lord
464325 | Zig:18   | Noticed Hiemm the pandemonium lord
464326 | Zig:18   | Killed Jeshah the pandemonium lord
464328 | Zig:18   | Noticed Etemesh the pandemonium lord
464329 | Zig:18   | Killed Souj Jirgh the pandemonium lord
464330 | Zig:18   | Killed Hozeq the pandemonium lord
464331 | Zig:18   | Noticed Yqan the pandemonium lord
464331 | Zig:18   | Noticed Site the pandemonium lord
464331 | Zig:18   | Noticed Zuiduang the pandemonium lord
464331 | Zig:18   | Noticed Diyluril the pandemonium lord
464331 | Zig:18   | Noticed Agyhuup the pandemonium lord
464332 | Zig:18   | Noticed Lif Ban the pandemonium lord
464332 | Zig:18   | Noticed Rownu Bugh the pandemonium lord
464332 | Zig:18   | Noticed Ypuczun the pandemonium lord
464333 | Zig:18   | Noticed Ifagun the pandemonium lord
464334 | Zig:18   | Killed Ushes the pandemonium lord
464335 | Zig:18   | Killed Iweag the pandemonium lord
464335 | Zig:18   | Killed Racyz the pandemonium lord
464335 | Zig:18   | Killed Coereopn the pandemonium lord
464335 | Zig:18   | Killed Duokeq the pandemonium lord
464335 | Zig:18   | Killed Uduvvavy the pandemonium lord
464336 | Zig:18   | Noticed Wenoxtet the pandemonium lord
464338 | Zig:18   | Killed Jogir the pandemonium lord
464338 | Zig:18   | Killed Qecuir the pandemonium lord
464338 | Zig:18   | Killed Hiemm the pandemonium lord
464338 | Zig:18   | Killed Etemesh the pandemonium lord
464338 | Zig:18   | Killed Site the pandemonium lord
464338 | Zig:18   | Killed Fuphytuy the pandemonium lord
464338 | Zig:18   | Killed Vaysh the pandemonium lord
464339 | Zig:18   | Killed Agyhuup the pandemonium lord
464339 | Zig:18   | Killed Bostotwu the pandemonium lord
464340 | Zig:18   | Noticed Kicak the pandemonium lord
464340 | Zig:18   | Killed Xeimavy the pandemonium lord
464340 | Zig:18   | Killed Bufatwiy the pandemonium lord
464340 | Zig:18   | Killed Xeit the pandemonium lord
464340 | Zig:18   | Killed Mait Ziarr the pandemonium lord
464340 | Zig:18   | Killed Wenoxtet the pandemonium lord
464340 | Zig:18   | Killed Ecwesso the pandemonium lord
464340 | Zig:18   | Killed Yqan the pandemonium lord
464340 | Zig:18   | Killed Paduppae the pandemonium lord
464341 | Zig:18   | Noticed Yronueq the pandemonium lord
464343 | Zig:18   | Noticed Bawketab the pandemonium lord
464345 | Zig:18   | Killed Lif Ban the pandemonium lord
464346 | Zig:18   | Killed Ypuczun the pandemonium lord
464347 | Zig:18   | Killed Duvag the pandemonium lord
464347 | Zig:18   | Killed Delidiriets the pandemonium lord
464348 | Zig:18   | Noticed Keroel the pandemonium lord
464350 | Zig:18   | Noticed Leraf the pandemonium lord
464350 | Zig:18   | Killed Zuiduang the pandemonium lord
464353 | Zig:18   | Killed Diyluril the pandemonium lord
464354 | Zig:18   | Noticed Ifaoles the pandemonium lord
464354 | Zig:18   | Noticed Detyrch the pandemonium lord
464355 | Zig:18   | Noticed Ugiorghi the pandemonium lord
464355 | Zig:18   | Noticed Hashio Vucvy the pandemonium lord
464355 | Zig:18   | Noticed Xoakhlieg the pandemonium lord
464355 | Zig:18   | Killed Nennab the pandemonium lord
464355 | Zig:18   | Killed Rownu Bugh the pandemonium lord
464356 | Zig:18   | Noticed Inacim the pandemonium lord
464356 | Zig:18   | Noticed Bonufron the pandemonium lord
464356 | Zig:18   | Noticed Adyul the pandemonium lord
464356 | Zig:18   | Killed Yjicood the pandemonium lord
464356 | Zig:18   | Killed Yronueq the pandemonium lord
464356 | Zig:18   | Killed Eschy the pandemonium lord
464356 | Zig:18   | Killed Qab Xomi the pandemonium lord
464357 | Zig:18   | Killed Keroel the pandemonium lord
464357 | Zig:18   | Killed Ifagun the pandemonium lord
464357 | Zig:18   | Killed Adyul the pandemonium lord
464357 | Zig:18   | Killed Xoakhlieg the pandemonium lord
464357 | Zig:18   | Killed Detyrch the pandemonium lord
464357 | Zig:18   | Killed Hashio Vucvy the pandemonium lord
464358 | Zig:18   | Noticed Dahyrr the pandemonium lord
464359 | Zig:18   | Noticed Ixzuashe the pandemonium lord
464359 | Zig:18   | Killed Bawketab the pandemonium lord
464359 | Zig:18   | Killed Roda the pandemonium lord
464359 | Zig:18   | Killed Inacim the pandemonium lord
464359 | Zig:18   | Killed Ifaoles the pandemonium lord
464359 | Zig:18   | Killed Kicak the pandemonium lord
464359 | Zig:18   | Killed Bonufron the pandemonium lord
464359 | Zig:18   | Killed Leraf the pandemonium lord
464360 | Zig:18   | Noticed Otautzad the pandemonium lord
464360 | Zig:18   | Noticed Ramafig the pandemonium lord
464361 | Zig:18   | Noticed Kiyled the pandemonium lord
464361 | Zig:18   | Noticed Ixoreruth the pandemonium lord
464361 | Zig:18   | Killed Ixoreruth the pandemonium lord
464361 | Zig:18   | Killed Kiyled the pandemonium lord
464362 | Zig:18   | Noticed Mofec the pandemonium lord
464362 | Zig:18   | Killed Ixzuashe the pandemonium lord
464362 | Zig:18   | Killed Ramafig the pandemonium lord
464362 | Zig:18   | Killed Ubluill the pandemonium lord
464364 | Zig:18   | Killed Otautzad the pandemonium lord
464367 | Zig:18   | Noticed Unorig the pandemonium lord
464367 | Zig:18   | Killed Mofec the pandemonium lord
464368 | Zig:18   | Killed Ugiorghi the pandemonium lord
464368 | Zig:18   | Killed Puicw the pandemonium lord
464370 | Zig:18   | Noticed Ogogubiak the pandemonium lord
464372 | Zig:18   | Noticed Citteis the pandemonium lord
464374 | Zig:18   | Killed Dahyrr the pandemonium lord
464375 | Zig:18   | Killed Ogogubiak the pandemonium lord
464377 | Zig:18   | Noticed Myhaehanu the pandemonium lord
464377 | Zig:18   | Killed Myhaehanu the pandemonium lord
464377 | Zig:18   | Killed Yskeeceh the pandemonium lord
464377 | Zig:18   | Killed Citteis the pandemonium lord
464378 | Zig:18   | Noticed Resalot the pandemonium lord
464379 | Zig:18   | Killed Aqeacvep the pandemonium lord
464380 | Zig:18   | Noticed Jyjenazo the pandemonium lord
464380 | Zig:18   | Noticed Asolli the pandemonium lord
464381 | Zig:18   | Killed Lihon the pandemonium lord
464381 | Zig:18   | Killed Asolli the pandemonium lord
464381 | Zig:18   | Killed Unorig the pandemonium lord
464381 | Zig:18   | Killed Viumoent the pandemonium lord
464383 | Zig:18   | Noticed Fabys the pandemonium lord
464383 | Zig:18   | Killed Resalot the pandemonium lord
464383 | Zig:18   | Killed Fabys the pandemonium lord
464384 | Zig:18   | Noticed Sypyt the pandemonium lord
464385 | Zig:18   | Noticed Piarufom the pandemonium lord
464385 | Zig:18   | Killed Jyjenazo the pandemonium lord
464385 | Zig:18   | Killed Sypyt the pandemonium lord
464386 | Zig:18   | Noticed Dunagi Nour the pandemonium lord
464387 | Zig:18   | Killed Hagyul the pandemonium lord
464388 | Zig:18   | Noticed Wuohogoy the pandemonium lord
464389 | Zig:18   | Noticed Fiureosh the pandemonium lord
464389 | Zig:18   | Noticed Waotuov the pandemonium lord
464390 | Zig:18   | Noticed Meqon the pandemonium lord
464390 | Zig:18   | Noticed Sarruoha the pandemonium lord
464391 | Zig:18   | Noticed Keroj the pandemonium lord
464392 | Zig:18   | Killed Sarruoha the pandemonium lord
464393 | Zig:18   | Noticed Fiagaon the pandemonium lord
464393 | Zig:18   | Noticed Fudupre the pandemonium lord
464393 | Zig:18   | Killed Dunagi Nour the pandemonium lord
464394 | Zig:18   | Killed Piarufom the pandemonium lord
464395 | Zig:18   | Noticed Noylyet the pandemonium lord
464395 | Zig:18   | Noticed Ytzaeffa the pandemonium lord
464396 | Zig:18   | Noticed Qecus the pandemonium lord
464396 | Zig:18   | Noticed Neusmem the pandemonium lord
464397 | Zig:18   | Noticed Zulieseb the pandemonium lord
464397 | Zig:18   | Noticed Yleegedy the pandemonium lord
464397 | Zig:18   | Killed Ytzaeffa the pandemonium lord
464397 | Zig:18   | Killed Wuohogoy the pandemonium lord
464398 | Zig:18   | Noticed Foatas the pandemonium lord
464398 | Zig:18   | Noticed Bebuni the pandemonium lord
464398 | Zig:18   | Noticed Xeykh the pandemonium lord
464398 | Zig:18   | Noticed Ivopnat the pandemonium lord
464398 | Zig:18   | Killed Fiureosh the pandemonium lord
464398 | Zig:18   | Killed Noylyet the pandemonium lord
464398 | Zig:18   | Killed Qecus the pandemonium lord
464399 | Zig:18   | Killed Yleegedy the pandemonium lord
464402 | Zig:18   | Noticed Jebbat the pandemonium lord
464403 | Zig:18   | Noticed Editih the pandemonium lord
464405 | Zig:18   | Noticed Ahav the pandemonium lord
464405 | Zig:18   | Killed Waotuov the pandemonium lord
464406 | Zig:18   | Noticed Gisos the pandemonium lord
464407 | Zig:18   | Noticed Zanonog the pandemonium lord
464408 | Zig:18   | Killed Fudupre the pandemonium lord
464409 | Zig:18   | Noticed Giohyan the pandemonium lord
464410 | Zig:18   | Noticed Gana the pandemonium lord
464410 | Zig:18   | Killed Bebuni the pandemonium lord
464411 | Zig:18   | Noticed Lollued the pandemonium lord
464411 | Zig:18   | Noticed Wumunti the pandemonium lord
464411 | Zig:18   | Noticed Igyr the pandemonium lord
464411 | Zig:18   | Noticed Ewiyroar the pandemonium lord
464412 | Zig:18   | Noticed Opniarue the pandemonium lord
464412 | Zig:18   | Noticed Uhintax the pandemonium lord
464414 | Zig:18   | Killed Fiagaon the pandemonium lord
464415 | Zig:18   | Killed Editih the pandemonium lord
464415 | Zig:18   | Killed Keroj the pandemonium lord
464416 | Zig:18   | Noticed Qodynwe the pandemonium lord
464416 | Zig:18   | Noticed Xezxenes the pandemonium lord
464416 | Zig:18   | Noticed Wakhlak the pandemonium lord
464416 | Zig:18   | Noticed Syupa Napt the pandemonium lord
464416 | Zig:18   | Killed Xeykh the pandemonium lord
464416 | Zig:18   | Killed Meqon the pandemonium lord
464416 | Zig:18   | Killed Neusmem the pandemonium lord
464417 | Zig:18   | Noticed Roatif the pandemonium lord
464418 | Zig:18   | Noticed Mujutois the pandemonium lord
464419 | Zig:18   | Noticed Icwekag the pandemonium lord
464419 | Zig:18   | Killed Wumunti the pandemonium lord
464419 | Zig:18   | Killed Gana the pandemonium lord
464419 | Zig:18   | Killed Ewiyroar the pandemonium lord
464419 | Zig:18   | Killed Zanonog the pandemonium lord
464420 | Zig:18   | Noticed Wujoodgh the pandemonium lord
464420 | Zig:18   | Killed Gisos the pandemonium lord
464420 | Zig:18   | Killed Jebbat the pandemonium lord
464420 | Zig:18   | Killed Feorergh the pandemonium lord
464425 | Zig:18   | Killed Huheahor the pandemonium lord
464425 | Zig:18   | Killed Mujutois the pandemonium lord
464425 | Zig:18   | Killed Igyr the pandemonium lord
464425 | Zig:18   | Killed Icwekag the pandemonium lord
464425 | Zig:18   | Killed Ahav the pandemonium lord
464425 | Zig:18   | Killed Opniarue the pandemonium lord
464426 | Zig:18   | Noticed Rask the pandemonium lord
464426 | Zig:18   | Killed Wakhlak the pandemonium lord
464426 | Zig:18   | Killed Roatif the pandemonium lord
464426 | Zig:18   | Killed Xezxenes the pandemonium lord
464427 | Zig:18   | Noticed Yromev the pandemonium lord
464428 | Zig:18   | Killed Rask the pandemonium lord
464428 | Zig:18   | Killed Giohyan the pandemonium lord
464428 | Zig:18   | Killed Wujoodgh the pandemonium lord
464429 | Zig:18   | Killed Syupa Napt the pandemonium lord
464429 | Zig:18   | Killed Uhintax the pandemonium lord
464430 | Zig:18   | Killed Ivopnat the pandemonium lord
464431 | Zig:18   | Killed Yromev the pandemonium lord
464431 | Zig:18   | Killed Wuof Ryukk the pandemonium lord
464432 | Zig:18   | Noticed Guet the pandemonium lord
464432 | Zig:18   | Noticed Ewnu the pandemonium lord
464435 | Zig:18   | Killed Zulieseb the pandemonium lord
464436 | Zig:18   | Killed Foatas the pandemonium lord
464437 | Zig:18   | Noticed Agaum the pandemonium lord
464438 | Zig:18   | Killed Ewnu the pandemonium lord
464438 | Zig:18   | Killed Guet the pandemonium lord
464439 | Zig:18   | Noticed Zoito the pandemonium lord
464440 | Zig:18   | Noticed Hikluuck the pandemonium lord
464441 | Zig:18   | Noticed Bypnuesku the pandemonium lord
464441 | Zig:18   | Killed Qodynwe the pandemonium lord
464442 | Zig:18   | Noticed Moup Nua the pandemonium lord
464442 | Zig:18   | Killed Moup Nua the pandemonium lord
464442 | Zig:18   | Killed Agaum the pandemonium lord
464444 | Zig:18   | Killed Hikluuck the pandemonium lord
464446 | Zig:18   | Noticed Huikhlak the pandemonium lord
464446 | Zig:18   | Noticed Lom Huc the pandemonium lord
464446 | Zig:18   | Killed Lollued the pandemonium lord
464447 | Zig:18   | Noticed Maggit the pandemonium lord
464448 | Zig:18   | Noticed Koxeuw the pandemonium lord
464453 | Zig:18   | Killed Maggit the pandemonium lord
464456 | Zig:18   | Noticed Utallon the pandemonium lord
464456 | Zig:18   | Killed Lom Huc the pandemonium lord
464456 | Zig:18   | Killed Bypnuesku the pandemonium lord
464457 | Zig:18   | Noticed Asoas Jori the pandemonium lord
464457 | Zig:18   | Noticed Nyfuots the pandemonium lord
464457 | Zig:18   | Killed Zoito the pandemonium lord
464458 | Zig:18   | Noticed Peguokh the pandemonium lord
464458 | Zig:18   | Killed Koxeuw the pandemonium lord
464459 | Zig:18   | Noticed Foijoudd the pandemonium lord
464460 | Zig:18   | Killed Foijoudd the pandemonium lord
464462 | Zig:18   | Killed Utallon the pandemonium lord
464468 | Zig:18   | Noticed Zogod the pandemonium lord
464469 | Zig:18   | Killed Yleget the pandemonium lord
464470 | Zig:18   | Noticed Virafyar the pandemonium lord
464470 | Zig:18   | Killed Huikhlak the pandemonium lord
464470 | Zig:18   | Killed Nyfuots the pandemonium lord
464472 | Zig:18   | Noticed Cucuhogre the pandemonium lord
464473 | Zig:18   | Noticed Bytow the pandemonium lord
464473 | Zig:18   | Killed Zogod the pandemonium lord
464474 | Zig:18   | Killed Bytow the pandemonium lord
464474 | Zig:18   | Killed Cucuhogre the pandemonium lord
464477 | Zig:18   | Killed Asoas Jori the pandemonium lord
464479 | Zig:18   | Killed Virafyar the pandemonium lord
464480 | Zig:18   | Noticed Kerahete the pandemonium lord
464480 | Zig:18   | Noticed Imymacli the pandemonium lord
464482 | Zig:18   | Killed Kerahete the pandemonium lord
464484 | Zig:18   | Noticed Juerph the pandemonium lord
464484 | Zig:18   | Killed Peguokh the pandemonium lord
464484 | Zig:18   | Killed Juerph the pandemonium lord
464485 | Zig:18   | Noticed Usolon the pandemonium lord
464485 | Zig:18   | Noticed Durghakla the pandemonium lord
464486 | Zig:18   | Killed Usolon the pandemonium lord
464488 | Zig:18   | Killed Durghakla the pandemonium lord
464490 | Zig:18   | Killed Imymacli the pandemonium lord
464601 | Zig:18   | Got a wavering graven amulet
464602 | Zig:18   | Identified the amulet of the Mantidfly {rF+ Regen+ Slay+3 Stlth+} (You found it on level 18 of a ziggurat)
464638 | Zig:18   | Identified the Volume of Mutagenic Flight
464771 | Zig:19   | Entered Level 19 of a ziggurat
465094 | Zig:19   | Got a bound steel ring
465096 | Zig:19   | Identified the ring "Tushruly" {*Contam +Fly rC+ MR+} (You found it on level 19 of a ziggurat)
465124 | Zig:19   | Got a scorched pewter ring
465125 | Zig:19   | Identified the ring of Hefil {-Tele +Inv rPois rF++ Dex+3} (You found it on level 19 of a ziggurat)
465134 | Zig:19   | Identified the Incunabulum of the Griffon
465139 | Zig:19   | Got a transparent crystal amulet
465140 | Zig:19   | Identified the amulet "Gierimo" {Regen+ Dex+2} (You found it on level 19 of a ziggurat)
465357 | Zig:19   | Identified Vamilu's Incunabulum of the Arsonist and Envenoming
465368 | Zig:20   | Entered Level 20 of a ziggurat
465428 | Zig:20   | Got an ancient sapphire amulet
465429 | Zig:20   | Identified the amulet of Trog's Pride {Faith Dex+4} (You found it on level 20 of a ziggurat)
465432 | Zig:20   | Got a scorched silver ring
465434 | Zig:20   | Identified the ring "Ose God" {rElec rPois MR+ Dex-3 SInv} (You found it on level 20 of a ziggurat)
465438 | Zig:20   | Got a shimmering marble ring
465439 | Zig:20   | Identified the ring of Agnosticism {*Contam *Slow rPois MR+ Str+8} (You found it on level 20 of a ziggurat)
465540 | Zig:20   | Got a heavily runed lead ring
465541 | Zig:20   | Identified the ring "Xytystre" {rPois Str+8 Int-5 SInv Stlth+} (You found it on level 20 of a ziggurat)
465633 | Zig:20   | Identified the +1 cloak "Meeqynirph" {Dex+5} (You found it on level 20 of a ziggurat)
465743 | Zig:21   | Entered Level 21 of a ziggurat
466003 | Zig:21   | Identified the +3 helmet of Impatience {-Cast rPois rN++ Int+3} (You found it on level 21 of a ziggurat)
466013 | Zig:21   | Got a coiled golden ring
466015 | Zig:21   | Identified the ring of Divine Intervention {+Fly rF+ Str+4 Int-5} (You found it on level 21 of a ziggurat)
466033 | Zig:21   | Got a steaming golden amulet
466034 | Zig:21   | Identified the amulet of Ephemeral Luck {Gourm rC++ Str+5} (You found it on level 21 of a ziggurat)
466042 | Zig:21   | Got a transparent steel ring
466045 | Zig:21   | Identified the ring of Icai {rC- MR+ Str+6 Int+8 Stlth-} (You found it on level 21 of a ziggurat)
466057 | Zig:21   | Identified the Collected Works on Cold
466128 | Zig:21   | Identified the Handbook of Earthen Curses
466140 | Zig:22   | Entered Level 22 of a ziggurat
466266 | Zig:22   | Paralysed by accursed screaming for 1 turns
466528 | Zig:22   | Got a crude wooden ring
466537 | Zig:22   | Got a transparent jade ring
466539 | Zig:22   | Identified the ring "Roorr" {rC+ MR+} (You found it on level 22 of a ziggurat)
466542 | Zig:22   | Identified the ring "Bimaclif" {MR+ Stlth-} (You found it on level 22 of a ziggurat)
466546 | Zig:22   | Got a shimmering amber ring
466547 | Zig:22   | Identified the ring of Ycrareuw {+Fly rF+ rC+ MR+++ Dex+3 Stlth-} (You found it on level 22 of a ziggurat)
466555 | Zig:22   | Got a crude tin amulet
466556 | Zig:22   | Identified the amulet "Viphol" {+Rage rF- Int+7 Slay+2} (You found it on level 22 of a ziggurat)
466597 | Zig:22   | Got a brightly glowing jade ring
466598 | Zig:22   | Identified the ring "Oskaghok" {-Tele +Inv rElec MP+9} (You found it on level 22 of a ziggurat)
466682 | Zig:22   | Identified the +6 crystal plate armour of the Heavens {rElec rPois rN+ Str+2} (You found it on level 22 of a ziggurat)
466751 | Zig:23   | Entered Level 23 of a ziggurat
466769 | Zig:23   | Paralysed by a floating eye for 4 turns
467014 | Zig:23   | Got a scorched amber ring
467017 | Zig:23   | Identified the ring of Idon {rPois rN+ Dex-2 Slay+3} (You found it on level 23 of a ziggurat)
467021 | Zig:23   | Identified the +2 cloak of Vegoce {Str+7} (You found it on level 23 of a ziggurat)
467025 | Zig:23   | Got a scintillating lapis lazuli ring
467040 | Zig:23   | Got a pitted silver amulet
467041 | Zig:23   | Identified the amulet "Cogitzio" {Spirit Int+2 Dex+5} (You found it on level 23 of a ziggurat)
467043 | Zig:23   | Identified the ring "Haisaco" {rElec rC+ MR- MP+9} (You found it on level 23 of a ziggurat)
467047 | Zig:23   | Got a wavering granite ring
467048 | Zig:23   | Identified the ring "Corafef" {+Fly MR- MP+9 Str+6 Dex+6} (You found it on level 23 of a ziggurat)
467110 | Zig:24   | Entered Level 24 of a ziggurat
467171 | Zig:24   | Identified the Papyrus of Spatial Necromancy
467175 | Zig:24   | Identified the +2 cloak of Vehumet's Benevolence {rC+ rN+ MP+9 Stlth-} (You found it on level 24 of a ziggurat)
467233 | Zig:24   | Got a warped ivory ring
467236 | Zig:24   | Identified the cursed ring "Wahiela" {+Inv rC+ EV-2 Str-5 Slay+6} (You found it on level 24 of a ziggurat)
467259 | Zig:24   | Got a warped wooden ring
467260 | Zig:24   | Identified the ring "Vaeheh" {rC+ rN+ Str+4 Dex+3} (You found it on level 24 of a ziggurat)
467268 | Zig:24   | Got an ancient silver ring
467270 | Zig:24   | Identified the ring "Esocuk" {*Slow +Fly rF+++ MR+++ Dex-4} (You found it on level 24 of a ziggurat)
467273 | Zig:24   | Got a fine glass ring
467275 | Zig:24   | Identified the ring of the Archfiend {rElec rF+ rC+ rN+} (You found it on level 24 of a ziggurat)
467296 | Zig:24   | Got a fine brass ring
467298 | Zig:24   | Identified the ring "Esawac" {rElec rPois Int+2 Slay+3} (You found it on level 24 of a ziggurat)
467473 | Zig:25   | Entered Level 25 of a ziggurat
467554 | Zig:25   | Got a warped ivory ring
467556 | Zig:25   | Identified the ring of Gezes {*Contam *Drain +Inv rPois Dex+3} (You found it on level 25 of a ziggurat)
467561 | Zig:25   | Got a shimmering bone ring
467563 | Zig:25   | Identified the ring "Suni" {+Fly rPois Str-4 Int+2 Stlth+} (You found it on level 25 of a ziggurat)
467590 | Zig:25   | Identified the Papyrus of Companions
467862 | Zig:26   | Entered Level 26 of a ziggurat
467869 | Zig:26   | Noticed a juggernaut
467870 | Zig:26   | Noticed a juggernaut
467870 | Zig:26   | Noticed a juggernaut
467870 | Zig:26   | Noticed a juggernaut
467870 | Zig:26   | Noticed a juggernaut
467870 | Zig:26   | Noticed a juggernaut
467871 | Zig:26   | Noticed a juggernaut
467871 | Zig:26   | Noticed a juggernaut
467873 | Zig:26   | Noticed a juggernaut
467873 | Zig:26   | Noticed a juggernaut
467874 | Zig:26   | Noticed a juggernaut
467874 | Zig:26   | Noticed a juggernaut
467876 | Zig:26   | Noticed a juggernaut
467876 | Zig:26   | Noticed a juggernaut
467876 | Zig:26   | Noticed a juggernaut
467876 | Zig:26   | Killed a juggernaut
467876 | Zig:26   | Killed a juggernaut
467876 | Zig:26   | Killed a juggernaut
467876 | Zig:26   | Killed a juggernaut
467876 | Zig:26   | Killed a juggernaut
467876 | Zig:26   | Killed a juggernaut
467876 | Zig:26   | Killed a juggernaut
467876 | Zig:26   | Killed a juggernaut
467876 | Zig:26   | Killed a juggernaut
467877 | Zig:26   | Noticed a juggernaut
467877 | Zig:26   | Noticed a juggernaut
467877 | Zig:26   | Noticed a juggernaut
467877 | Zig:26   | Noticed a juggernaut
467877 | Zig:26   | Noticed a juggernaut
467877 | Zig:26   | Noticed a juggernaut
467877 | Zig:26   | Noticed a juggernaut
467878 | Zig:26   | Noticed a juggernaut
467878 | Zig:26   | Noticed a juggernaut
467878 | Zig:26   | Noticed a juggernaut
467878 | Zig:26   | Noticed a juggernaut
467879 | Zig:26   | Noticed a juggernaut
467880 | Zig:26   | Killed a juggernaut
467882 | Zig:26   | Noticed a juggernaut
467884 | Zig:26   | Killed a juggernaut
467884 | Zig:26   | Killed a juggernaut
467884 | Zig:26   | Killed a juggernaut
467884 | Zig:26   | Killed a juggernaut
467884 | Zig:26   | Killed a juggernaut
467884 | Zig:26   | Killed a juggernaut
467884 | Zig:26   | Killed a juggernaut
467884 | Zig:26   | Killed a juggernaut
467884 | Zig:26   | Killed a juggernaut
467884 | Zig:26   | Killed a juggernaut
467884 | Zig:26   | Killed a juggernaut
467884 | Zig:26   | Killed a juggernaut
467884 | Zig:26   | Killed a juggernaut
467884 | Zig:26   | Killed a juggernaut
467884 | Zig:26   | Killed a juggernaut
467884 | Zig:26   | Killed a juggernaut
467884 | Zig:26   | Killed a juggernaut
467884 | Zig:26   | Killed a juggernaut
467885 | Zig:26   | Noticed a juggernaut
467885 | Zig:26   | Noticed a juggernaut
467885 | Zig:26   | Noticed a juggernaut
467885 | Zig:26   | Noticed a juggernaut
467885 | Zig:26   | Noticed a juggernaut
467885 | Zig:26   | Noticed a juggernaut
467885 | Zig:26   | Noticed a juggernaut
467885 | Zig:26   | Noticed a juggernaut
467885 | Zig:26   | Noticed a juggernaut
467886 | Zig:26   | Noticed a juggernaut
467886 | Zig:26   | Noticed a juggernaut
467886 | Zig:26   | Noticed a juggernaut
467886 | Zig:26   | Noticed a juggernaut
467887 | Zig:26   | Noticed a juggernaut
467887 | Zig:26   | Noticed a juggernaut
467887 | Zig:26   | Noticed a juggernaut
467887 | Zig:26   | Noticed a juggernaut
467887 | Zig:26   | Noticed a juggernaut
467888 | Zig:26   | Noticed a juggernaut
467890 | Zig:26   | Noticed a juggernaut
467891 | Zig:26   | Noticed a juggernaut
467891 | Zig:26   | Noticed a juggernaut
467892 | Zig:26   | Noticed a juggernaut
467894 | Zig:26   | Killed a juggernaut
467894 | Zig:26   | Killed a juggernaut
467894 | Zig:26   | Killed a juggernaut
467894 | Zig:26   | Killed a juggernaut
467894 | Zig:26   | Killed a juggernaut
467894 | Zig:26   | Killed a juggernaut
467894 | Zig:26   | Killed a juggernaut
467894 | Zig:26   | Killed a juggernaut
467894 | Zig:26   | Killed a juggernaut
467894 | Zig:26   | Killed a juggernaut
467894 | Zig:26   | Killed a juggernaut
467894 | Zig:26   | Killed a juggernaut
467894 | Zig:26   | Killed a juggernaut
467894 | Zig:26   | Killed a juggernaut
467894 | Zig:26   | Killed a juggernaut
467894 | Zig:26   | Killed a juggernaut
467894 | Zig:26   | Killed a juggernaut
467894 | Zig:26   | Killed a juggernaut
467894 | Zig:26   | Killed a juggernaut
467895 | Zig:26   | Noticed a juggernaut
467895 | Zig:26   | Noticed a juggernaut
467895 | Zig:26   | Noticed a juggernaut
467895 | Zig:26   | Noticed a juggernaut
467895 | Zig:26   | Noticed a juggernaut
467895 | Zig:26   | Noticed a juggernaut
467895 | Zig:26   | Noticed a juggernaut
467895 | Zig:26   | Noticed a juggernaut
467895 | Zig:26   | Noticed a juggernaut
467897 | Zig:26   | Noticed a juggernaut
467899 | Zig:26   | Noticed a juggernaut
467901 | Zig:26   | Noticed a juggernaut
467901 | Zig:26   | Noticed a juggernaut
467901 | Zig:26   | Noticed a juggernaut
467901 | Zig:26   | Killed a juggernaut
467901 | Zig:26   | Killed a juggernaut
467901 | Zig:26   | Killed a juggernaut
467901 | Zig:26   | Killed a juggernaut
467901 | Zig:26   | Killed a juggernaut
467901 | Zig:26   | Killed a juggernaut
467901 | Zig:26   | Killed a juggernaut
467901 | Zig:26   | Killed a juggernaut
467901 | Zig:26   | Killed a juggernaut
467901 | Zig:26   | Killed a juggernaut
467901 | Zig:26   | Killed a juggernaut
467901 | Zig:26   | Killed a juggernaut
467901 | Zig:26   | Killed a juggernaut
467901 | Zig:26   | Killed a juggernaut
467902 | Zig:26   | Noticed a juggernaut
467902 | Zig:26   | Noticed a juggernaut
467902 | Zig:26   | Noticed a juggernaut
467902 | Zig:26   | Noticed a juggernaut
467902 | Zig:26   | Noticed a juggernaut
467903 | Zig:26   | Noticed a juggernaut
467905 | Zig:26   | Noticed a juggernaut
467905 | Zig:26   | Noticed a juggernaut
467906 | Zig:26   | Noticed a juggernaut
467909 | Zig:26   | Noticed a juggernaut
467911 | Zig:26   | Killed a juggernaut
467911 | Zig:26   | Killed a juggernaut
467911 | Zig:26   | Killed a juggernaut
467911 | Zig:26   | Killed a juggernaut
467911 | Zig:26   | Killed a juggernaut
467911 | Zig:26   | Killed a juggernaut
467911 | Zig:26   | Killed a juggernaut
467911 | Zig:26   | Killed a juggernaut
467912 | Zig:26   | Noticed a juggernaut
467912 | Zig:26   | Noticed a juggernaut
467913 | Zig:26   | Noticed a juggernaut
467913 | Zig:26   | Noticed a juggernaut
467913 | Zig:26   | Noticed a juggernaut
467916 | Zig:26   | Noticed a juggernaut
467916 | Zig:26   | Noticed a juggernaut
467918 | Zig:26   | Killed a juggernaut
467918 | Zig:26   | Killed a juggernaut
467918 | Zig:26   | Killed a juggernaut
467918 | Zig:26   | Killed a juggernaut
467918 | Zig:26   | Killed a juggernaut
467918 | Zig:26   | Killed a juggernaut
467918 | Zig:26   | Killed a juggernaut
467919 | Zig:26   | Noticed a juggernaut
467919 | Zig:26   | Noticed a juggernaut
467920 | Zig:26   | Noticed a juggernaut
467920 | Zig:26   | Noticed a juggernaut
467922 | Zig:26   | Noticed a juggernaut
467925 | Zig:26   | Killed a juggernaut
467925 | Zig:26   | Killed a juggernaut
467925 | Zig:26   | Killed a juggernaut
467925 | Zig:26   | Killed a juggernaut
467925 | Zig:26   | Killed a juggernaut
467925 | Zig:26   | Killed a juggernaut
467925 | Zig:26   | Killed a juggernaut
467925 | Zig:26   | Killed a juggernaut
467925 | Zig:26   | Killed a juggernaut
467925 | Zig:26   | Killed a juggernaut
467925 | Zig:26   | Killed a juggernaut
467926 | Zig:26   | Noticed a juggernaut
467926 | Zig:26   | Noticed a juggernaut
467927 | Zig:26   | Noticed a juggernaut
467929 | Zig:26   | Noticed a juggernaut
467929 | Zig:26   | Noticed a juggernaut
467930 | Zig:26   | Noticed a juggernaut
467930 | Zig:26   | Noticed a juggernaut
467930 | Zig:26   | Noticed a juggernaut
467932 | Zig:26   | Noticed a juggernaut
467933 | Zig:26   | Noticed a juggernaut
467933 | Zig:26   | Noticed a juggernaut
467934 | Zig:26   | Noticed a juggernaut
467934 | Zig:26   | Noticed a juggernaut
467937 | Zig:26   | Killed a juggernaut
467937 | Zig:26   | Killed a juggernaut
467937 | Zig:26   | Killed a juggernaut
467937 | Zig:26   | Killed a juggernaut
467937 | Zig:26   | Killed a juggernaut
467937 | Zig:26   | Killed a juggernaut
467937 | Zig:26   | Killed a juggernaut
467937 | Zig:26   | Killed a juggernaut
467937 | Zig:26   | Killed a juggernaut
467937 | Zig:26   | Killed a juggernaut
467937 | Zig:26   | Killed a juggernaut
467937 | Zig:26   | Killed a juggernaut
467937 | Zig:26   | Killed a juggernaut
467938 | Zig:26   | Noticed a juggernaut
467938 | Zig:26   | Noticed a juggernaut
467938 | Zig:26   | Noticed a juggernaut
467940 | Zig:26   | Noticed a juggernaut
467940 | Zig:26   | Noticed a juggernaut
467941 | Zig:26   | Noticed a juggernaut
467941 | Zig:26   | Noticed a juggernaut
467942 | Zig:26   | Noticed a juggernaut
467946 | Zig:26   | Noticed a juggernaut
467946 | Zig:26   | Killed a juggernaut
467946 | Zig:26   | Killed a juggernaut
467946 | Zig:26   | Killed a juggernaut
467946 | Zig:26   | Killed a juggernaut
467946 | Zig:26   | Killed a juggernaut
467946 | Zig:26   | Killed a juggernaut
467946 | Zig:26   | Killed a juggernaut
467947 | Zig:26   | Noticed a juggernaut
467947 | Zig:26   | Noticed a juggernaut
467947 | Zig:26   | Noticed a juggernaut
467948 | Zig:26   | Noticed a juggernaut
467949 | Zig:26   | Noticed a juggernaut
467950 | Zig:26   | Noticed a juggernaut
467951 | Zig:26   | Noticed a juggernaut
467953 | Zig:26   | Killed a juggernaut
467953 | Zig:26   | Killed a juggernaut
467953 | Zig:26   | Killed a juggernaut
467953 | Zig:26   | Killed a juggernaut
467953 | Zig:26   | Killed a juggernaut
467953 | Zig:26   | Killed a juggernaut
467953 | Zig:26   | Killed a juggernaut
467953 | Zig:26   | Killed a juggernaut
467953 | Zig:26   | Killed a juggernaut
467954 | Zig:26   | Noticed a juggernaut
467956 | Zig:26   | Noticed a juggernaut
467956 | Zig:26   | Noticed a juggernaut
467956 | Zig:26   | Noticed a juggernaut
467957 | Zig:26   | Noticed a juggernaut
467957 | Zig:26   | Noticed a juggernaut
467958 | Zig:26   | Noticed a juggernaut
467958 | Zig:26   | Noticed a juggernaut
467961 | Zig:26   | Noticed a juggernaut
467962 | Zig:26   | Killed a juggernaut
467962 | Zig:26   | Killed a juggernaut
467962 | Zig:26   | Killed a juggernaut
467962 | Zig:26   | Killed a juggernaut
467962 | Zig:26   | Killed a juggernaut
467962 | Zig:26   | Killed a juggernaut
467962 | Zig:26   | Killed a juggernaut
467962 | Zig:26   | Killed a juggernaut
467962 | Zig:26   | Killed a juggernaut
467963 | Zig:26   | Noticed a juggernaut
467963 | Zig:26   | Noticed a juggernaut
467963 | Zig:26   | Noticed a juggernaut
467964 | Zig:26   | Noticed a juggernaut
467964 | Zig:26   | Noticed a juggernaut
467964 | Zig:26   | Noticed a juggernaut
467965 | Zig:26   | Noticed a juggernaut
467969 | Zig:26   | Noticed a juggernaut
467969 | Zig:26   | Killed a juggernaut
467969 | Zig:26   | Killed a juggernaut
467969 | Zig:26   | Killed a juggernaut
467969 | Zig:26   | Killed a juggernaut
467969 | Zig:26   | Killed a juggernaut
467969 | Zig:26   | Killed a juggernaut
467969 | Zig:26   | Killed a juggernaut
467970 | Zig:26   | Noticed a juggernaut
467970 | Zig:26   | Noticed a juggernaut
467973 | Zig:26   | Noticed a juggernaut
467976 | Zig:26   | Noticed a juggernaut
467980 | Zig:26   | Killed a juggernaut
467980 | Zig:26   | Killed a juggernaut
467981 | Zig:26   | Noticed a juggernaut
467981 | Zig:26   | Noticed a juggernaut
467984 | Zig:26   | Noticed a juggernaut
467989 | Zig:26   | Killed a juggernaut
467989 | Zig:26   | Killed a juggernaut
467989 | Zig:26   | Killed a juggernaut
467989 | Zig:26   | Killed a juggernaut
467989 | Zig:26   | Killed a juggernaut
467989 | Zig:26   | Killed a juggernaut
467996 | Zig:26   | Noticed a juggernaut
468004 | Zig:26   | Noticed a juggernaut
468014 | Zig:26   | Killed a juggernaut
468014 | Zig:26   | Killed a juggernaut
468069 | Zig:26   | Got a smoking copper ring
468071 | Zig:26   | Identified the ring "Meceu" {+Fly rN+ MR- Stlth+} (You found it on level 26 of a ziggurat)
468100 | Zig:26   | Got a twitching iron amulet
468101 | Zig:26   | Identified the amulet "Ostadori" {Reflect rN+++ Int-4 SH+4 SInv Stlth-} (You found it on level 26 of a ziggurat)
468140 | Zig:26   | Got a sparkling copper ring
468141 | Zig:26   | Identified the ring "Koolusepiukk" {+Fly Dex+2} (You found it on level 26 of a ziggurat)
468151 | Zig:26   | Got a sparkling platinum amulet
468152 | Zig:26   | Identified the amulet "Koir Atuenta" {Faith Dex+2} (You found it on level 26 of a ziggurat)
468387 | Zig:26   | Identified the +6 broad axe of Law {chop, Str+4 Int-4 Dex+3} (You found it on level 26 of a ziggurat)
468440 | Zig:26   | Identified the Incunabulum of the Glacier and Fire
468454 | Zig:27   | Entered Level 27 of a ziggurat
468581 | Zig:27   | Noticed Puntaneq the pandemonium lord
468587 | Zig:27   | Killed Puntaneq the pandemonium lord
468789 | Zig:27   | Got a sparkling pewter ring
468791 | Zig:27   | Identified the ring of Vinemies {*Tele MR++ Dex-2 SInv} (You found it on level 27 of a ziggurat)
468803 | Zig:27   | Got a brightly glowing brass ring
468804 | Zig:27   | Identified the ring "Duess" {rElec rPois} (You found it on level 27 of a ziggurat)
468810 | Zig:27   | Got a scintillating sapphire amulet
468811 | Zig:27   | Identified the amulet of Javam {+Rage rF+ rN+} (You found it on level 27 of a ziggurat)
468831 | Zig:27   | Got a wavering tin ring
468832 | Zig:27   | Identified the ring of Hepliaklqana's Favour {+Fly rElec MP+9 Int-5 SInv} (You found it on level 27 of a ziggurat)
468844 | Zig:27   | Identified the Handbook of Floating Bewitchment
469085 | Zig:27   | Identified the +2 pair of boots "Yzxadod" {-Tele rElec Dex+3} (You found it on level 27 of a ziggurat)
469149 | Depths:2 | Identified the +0 large shield "Fuut" {Str+8 Int+4} (You acquired it on level 2 of the Depths)
469150 | Depths:2 | Identified the +13 large shield of Salvation {Stlth+} (You acquired it on level 2 of the Depths)
469151 | Depths:2 | Identified the +1 pair of boots of the Countless Songs {+Inv Stlth+} (You acquired it on level 2 of the Depths)
469203 | Zig:1    | Entered Level 1 of a ziggurat
469232 | Zig:2    | Entered Level 2 of a ziggurat
469232 | Zig:2    | Noticed a greater mummy
469232 | Zig:2    | Noticed a greater mummy
469232 | Zig:2    | Noticed a greater mummy
469232 | Zig:2    | Noticed a greater mummy
469232 | Zig:2    | Noticed a greater mummy
469232 | Zig:2    | Noticed a greater mummy
469232 | Zig:2    | Noticed a greater mummy
469234 | Zig:2    | Killed a greater mummy
469234 | Zig:2    | Killed a greater mummy
469234 | Zig:2    | Killed a greater mummy
469234 | Zig:2    | Killed a greater mummy
469234 | Zig:2    | Killed a greater mummy
469234 | Zig:2    | Killed a greater mummy
469236 | Zig:2    | Killed a greater mummy
469299 | Zig:3    | Entered Level 3 of a ziggurat
469377 | Zig:4    | Entered Level 4 of a ziggurat
469401 | Zig:4    | Identified the +0 helmet of the Game of Life {rPois rN+ Str+3} (You found it on level 4 of a ziggurat)
469493 | Zig:5    | Entered Level 5 of a ziggurat
469513 | Zig:5    | Identified the +2 pair of boots of Lifelessness {MR- Regen+ Str+2} (You found it on level 5 of a ziggurat)
469581 | Zig:6    | Entered Level 6 of a ziggurat
469611 | Zig:6    | Got a slimy silver ring
469613 | Zig:6    | Identified the ring of Poynekk {rCorr rN+} (You found it on level 6 of a ziggurat)
469617 | Zig:6    | Got a wavering lead ring
469618 | Zig:6    | Identified the ring of Huahit {rElec rN+ MR- SInv} (You found it on level 6 of a ziggurat)
469682 | Zig:7    | Entered Level 7 of a ziggurat
469682 | Zig:7    | Noticed a juggernaut
469682 | Zig:7    | Noticed a juggernaut
469682 | Zig:7    | Noticed a juggernaut
469682 | Zig:7    | Noticed a juggernaut
469682 | Zig:7    | Noticed a juggernaut
469682 | Zig:7    | Noticed a juggernaut
469682 | Zig:7    | Noticed a juggernaut
469684 | Zig:7    | Noticed a juggernaut
469685 | Zig:7    | Noticed a juggernaut
469685 | Zig:7    | Noticed a juggernaut
469685 | Zig:7    | Noticed a juggernaut
469686 | Zig:7    | Noticed a juggernaut
469691 | Zig:7    | Killed a juggernaut
469691 | Zig:7    | Killed a juggernaut
469691 | Zig:7    | Killed a juggernaut
469691 | Zig:7    | Killed a juggernaut
469691 | Zig:7    | Killed a juggernaut
469691 | Zig:7    | Killed a juggernaut
469691 | Zig:7    | Killed a juggernaut
469691 | Zig:7    | Killed a juggernaut
469691 | Zig:7    | Killed a juggernaut
469691 | Zig:7    | Noticed a juggernaut
469692 | Zig:7    | Killed a juggernaut
469693 | Zig:7    | Noticed a juggernaut
469693 | Zig:7    | Noticed a juggernaut
469693 | Zig:7    | Noticed a juggernaut
469696 | Zig:7    | Noticed a juggernaut
469697 | Zig:7    | Noticed a juggernaut
469698 | Zig:7    | Noticed a juggernaut
469698 | Zig:7    | Killed a juggernaut
469699 | Zig:7    | Noticed a juggernaut
469700 | Zig:7    | Noticed a juggernaut
469701 | Zig:7    | Noticed a juggernaut
469701 | Zig:7    | Noticed a juggernaut
469701 | Zig:7    | Killed a juggernaut
469701 | Zig:7    | Killed a juggernaut
469701 | Zig:7    | Killed a juggernaut
469701 | Zig:7    | Killed a juggernaut
469701 | Zig:7    | Killed a juggernaut
469701 | Zig:7    | Killed a juggernaut
469701 | Zig:7    | Killed a juggernaut
469701 | Zig:7    | Killed a juggernaut
469701 | Zig:7    | Killed a juggernaut
469701 | Zig:7    | Killed a juggernaut
469701 | Zig:7    | Noticed a juggernaut
469702 | Zig:7    | Noticed a juggernaut
469702 | Zig:7    | Noticed a juggernaut
469703 | Zig:7    | Noticed a juggernaut
469705 | Zig:7    | Noticed a juggernaut
469712 | Zig:7    | Noticed a juggernaut
469712 | Zig:7    | Killed a juggernaut
469712 | Zig:7    | Killed a juggernaut
469712 | Zig:7    | Killed a juggernaut
469712 | Zig:7    | Killed a juggernaut
469717 | Zig:7    | Killed a juggernaut
469717 | Zig:7    | Killed a juggernaut
469717 | Zig:7    | Killed a juggernaut
469717 | Zig:7    | Killed a juggernaut
469745 | Zig:7    | Got a fine steel ring
469747 | Zig:7    | Identified the ring of Firudog {EV+4 Str+4} (You found it on level 7 of a ziggurat)
469861 | Zig:8    | Entered Level 8 of a ziggurat
469916 | Zig:8    | Identified the Guide on Dark Displacement
470004 | Zig:9    | Entered Level 9 of a ziggurat
470103 | Zig:9    | Got an ancient amber ring
470105 | Zig:9    | Identified the cursed ring "Zegong" {EV-2 Stlth+} (You found it on level 9 of a ziggurat)
470108 | Zig:9    | Got a faintly glowing platinum ring
470114 | Zig:9    | Identified the ring "Othruhoi" {rElec rF+ MP-9 Dex+5} (You found it on level 9 of a ziggurat)
470160 | Zig:10   | Entered Level 10 of a ziggurat
470160 | Zig:10   | Noticed an ancient lich
470160 | Zig:10   | Noticed an ancient lich
470160 | Zig:10   | Noticed an ancient lich
470160 | Zig:10   | Noticed an ancient lich
470160 | Zig:10   | Noticed an ancient lich
470160 | Zig:10   | Noticed an ancient lich
470160 | Zig:10   | Noticed an ancient lich
470160 | Zig:10   | Noticed an ancient lich
470160 | Zig:10   | Noticed an ancient lich
470160 | Zig:10   | Noticed an ancient lich
470160 | Zig:10   | Noticed an ancient lich
470160 | Zig:10   | Noticed an ancient lich
470160 | Zig:10   | Noticed an ancient lich
470160 | Zig:10   | Noticed an ancient lich
470160 | Zig:10   | Noticed an ancient lich
470160 | Zig:10   | Noticed an ancient lich
470162 | Zig:10   | Noticed an ancient lich
470162 | Zig:10   | Killed an ancient lich
470162 | Zig:10   | Killed an ancient lich
470162 | Zig:10   | Killed an ancient lich
470162 | Zig:10   | Killed an ancient lich
470162 | Zig:10   | Killed an ancient lich
470162 | Zig:10   | Killed an ancient lich
470164 | Zig:10   | Noticed an ancient lich
470164 | Zig:10   | Noticed an ancient lich
470164 | Zig:10   | Noticed an ancient lich
470164 | Zig:10   | Killed an ancient lich
470164 | Zig:10   | Killed an ancient lich
470164 | Zig:10   | Killed an ancient lich
470164 | Zig:10   | Killed an ancient lich
470164 | Zig:10   | Killed an ancient lich
470164 | Zig:10   | Killed an ancient lich
470164 | Zig:10   | Killed an ancient lich
470164 | Zig:10   | Killed an ancient lich
470164 | Zig:10   | Killed an ancient lich
470164 | Zig:10   | Killed an ancient lich
470165 | Zig:10   | Noticed an ancient lich
470165 | Zig:10   | Noticed an ancient lich
470165 | Zig:10   | Noticed an ancient lich
470165 | Zig:10   | Killed an ancient lich
470165 | Zig:10   | Killed an ancient lich
470165 | Zig:10   | Killed an ancient lich
470165 | Zig:10   | Killed an ancient lich
470165 | Zig:10   | Killed an ancient lich
470166 | Zig:10   | Noticed an ancient lich
470167 | Zig:10   | Noticed an ancient lich
470167 | Zig:10   | Killed an ancient lich
470167 | Zig:10   | Killed an ancient lich
470167 | Zig:10   | Killed an ancient lich
470168 | Zig:10   | Killed an ancient lich
470169 | Zig:10   | Noticed an ancient lich
470169 | Zig:10   | Noticed an ancient lich
470171 | Zig:10   | Noticed an ancient lich
470171 | Zig:10   | Noticed an ancient lich
470171 | Zig:10   | Killed an ancient lich
470171 | Zig:10   | Killed an ancient lich
470172 | Zig:10   | Noticed an ancient lich
470172 | Zig:10   | Noticed an ancient lich
470172 | Zig:10   | Noticed an ancient lich
470173 | Zig:10   | Noticed an ancient lich
470174 | Zig:10   | Noticed an ancient lich
470175 | Zig:10   | Killed an ancient lich
470175 | Zig:10   | Killed an ancient lich
470175 | Zig:10   | Killed an ancient lich
470175 | Zig:10   | Killed an ancient lich
470175 | Zig:10   | Killed an ancient lich
470176 | Zig:10   | Noticed an ancient lich
470178 | Zig:10   | Noticed an ancient lich
470178 | Zig:10   | Killed an ancient lich
470178 | Zig:10   | Killed an ancient lich
470178 | Zig:10   | Killed an ancient lich
470178 | Zig:10   | Killed an ancient lich
470179 | Zig:10   | Noticed an ancient lich
470179 | Zig:10   | Killed an ancient lich
470181 | Zig:10   | Noticed an ancient lich
470182 | Zig:10   | Noticed an ancient lich
470183 | Zig:10   | Killed an ancient lich
470183 | Zig:10   | Killed an ancient lich
470216 | Zig:10   | Identified Bumum's Catalogue of Glacial Flight
470218 | Zig:10   | Got a bound platinum ring
470219 | Zig:10   | Identified the ring of Xuril {rF+ rC+ Dex+2 Stlth+} (You found it on level 10 of a ziggurat)
470324 | Zig:11   | Entered Level 11 of a ziggurat
470368 | Zig:11   | Got a faintly glowing steel ring
470370 | Zig:11   | Identified the ring of the Endless Runes {+Blink rElec rF+} (You found it on level 11 of a ziggurat)
470536 | Zig:12   | Entered Level 12 of a ziggurat
470536 | Zig:12   | Noticed a greater mummy
470536 | Zig:12   | Noticed a greater mummy
470536 | Zig:12   | Noticed a greater mummy
470536 | Zig:12   | Noticed a greater mummy
470536 | Zig:12   | Noticed a greater mummy
470536 | Zig:12   | Noticed a greater mummy
470536 | Zig:12   | Noticed a greater mummy
470536 | Zig:12   | Noticed a greater mummy
470536 | Zig:12   | Noticed a greater mummy
470536 | Zig:12   | Noticed a greater mummy
470536 | Zig:12   | Noticed a greater mummy
470538 | Zig:12   | Noticed a greater mummy
470538 | Zig:12   | Noticed a greater mummy
470538 | Zig:12   | Noticed a greater mummy
470538 | Zig:12   | Noticed a greater mummy
470538 | Zig:12   | Noticed a greater mummy
470538 | Zig:12   | Noticed a greater mummy
470538 | Zig:12   | Killed a greater mummy
470538 | Zig:12   | Killed a greater mummy
470538 | Zig:12   | Killed a greater mummy
470538 | Zig:12   | Killed a greater mummy
470538 | Zig:12   | Killed a greater mummy
470538 | Zig:12   | Killed a greater mummy
470538 | Zig:12   | Killed a greater mummy
470539 | Zig:12   | Noticed a greater mummy
470539 | Zig:12   | Killed a greater mummy
470540 | Zig:12   | Noticed a greater mummy
470540 | Zig:12   | Killed a greater mummy
470540 | Zig:12   | Killed a greater mummy
470541 | Zig:12   | Noticed a greater mummy
470541 | Zig:12   | Killed a greater mummy
470541 | Zig:12   | Killed a greater mummy
470541 | Zig:12   | Killed a greater mummy
470541 | Zig:12   | Killed a greater mummy
470541 | Zig:12   | Killed a greater mummy
470542 | Zig:12   | Noticed a greater mummy
470542 | Zig:12   | Noticed a greater mummy
470542 | Zig:12   | Noticed a greater mummy
470542 | Zig:12   | Killed a greater mummy
470543 | Zig:12   | Noticed a greater mummy
470543 | Zig:12   | Noticed a greater mummy
470543 | Zig:12   | Noticed a greater mummy
470543 | Zig:12   | Noticed a greater mummy
470543 | Zig:12   | Noticed a greater mummy
470544 | Zig:12   | Noticed a greater mummy
470544 | Zig:12   | Killed a greater mummy
470544 | Zig:12   | Killed a greater mummy
470545 | Zig:12   | Noticed a greater mummy
470545 | Zig:12   | Noticed a greater mummy
470545 | Zig:12   | Killed a greater mummy
470545 | Zig:12   | Killed a greater mummy
470545 | Zig:12   | Killed a greater mummy
470545 | Zig:12   | Killed a greater mummy
470545 | Zig:12   | Killed a greater mummy
470545 | Zig:12   | Killed a greater mummy
470545 | Zig:12   | Killed a greater mummy
470545 | Zig:12   | Killed a greater mummy
470545 | Zig:12   | Killed a greater mummy
470546 | Zig:12   | Noticed a greater mummy
470546 | Zig:12   | Noticed a greater mummy
470546 | Zig:12   | Killed a greater mummy
470547 | Zig:12   | Noticed a greater mummy
470547 | Zig:12   | Noticed a greater mummy
470547 | Zig:12   | Noticed a greater mummy
470547 | Zig:12   | Killed a greater mummy
470548 | Zig:12   | Noticed a greater mummy
470548 | Zig:12   | Noticed a greater mummy
470548 | Zig:12   | Noticed a greater mummy
470548 | Zig:12   | Killed a greater mummy
470549 | Zig:12   | Killed a greater mummy
470549 | Zig:12   | Killed a greater mummy
470549 | Zig:12   | Killed a greater mummy
470550 | Zig:12   | Noticed a greater mummy
470550 | Zig:12   | Noticed a greater mummy
470550 | Zig:12   | Noticed a greater mummy
470551 | Zig:12   | Noticed a greater mummy
470552 | Zig:12   | Noticed a greater mummy
470552 | Zig:12   | Killed a greater mummy
470552 | Zig:12   | Killed a greater mummy
470552 | Zig:12   | Killed a greater mummy
470552 | Zig:12   | Killed a greater mummy
470552 | Zig:12   | Killed a greater mummy
470552 | Zig:12   | Killed a greater mummy
470553 | Zig:12   | Noticed a greater mummy
470553 | Zig:12   | Noticed a greater mummy
470553 | Zig:12   | Noticed a greater mummy
470554 | Zig:12   | Killed a greater mummy
470554 | Zig:12   | Killed a greater mummy
470554 | Zig:12   | Killed a greater mummy
470554 | Zig:12   | Killed a greater mummy
470555 | Zig:12   | Noticed a greater mummy
470555 | Zig:12   | Killed a greater mummy
470555 | Zig:12   | Killed a greater mummy
470556 | Zig:12   | Noticed a greater mummy
470556 | Zig:12   | Killed a greater mummy
470556 | Zig:12   | Killed a greater mummy
470557 | Zig:12   | Noticed a greater mummy
470561 | Zig:12   | Killed a greater mummy
470561 | Zig:12   | Killed a greater mummy
470562 | Zig:12   | Killed a greater mummy
470568 | Zig:12   | Identified the +1 pair of boots of Elyvilon's Favour {+Fly rF+ Int-4 Slay+3} (You found it on level 12 of a ziggurat)
470580 | Zig:12   | Got a steaming ivory ring
470582 | Zig:12   | Identified the ring of Ockarcho {rF+ AC+2 Str+2} (You found it on level 12 of a ziggurat)
470677 | Zig:13   | Entered Level 13 of a ziggurat
470677 | Zig:13   | Noticed a juggernaut
470677 | Zig:13   | Noticed a juggernaut
470677 | Zig:13   | Noticed a juggernaut
470677 | Zig:13   | Noticed a juggernaut
470677 | Zig:13   | Noticed a juggernaut
470677 | Zig:13   | Noticed a juggernaut
470677 | Zig:13   | Noticed a juggernaut
470677 | Zig:13   | Noticed a juggernaut
470677 | Zig:13   | Noticed a juggernaut
470677 | Zig:13   | Noticed a juggernaut
470677 | Zig:13   | Noticed a juggernaut
470677 | Zig:13   | Noticed a juggernaut
470677 | Zig:13   | Noticed a juggernaut
470677 | Zig:13   | Noticed a juggernaut
470677 | Zig:13   | Noticed a juggernaut
470677 | Zig:13   | Noticed a juggernaut
470677 | Zig:13   | Noticed a juggernaut
470677 | Zig:13   | Noticed a juggernaut
470677 | Zig:13   | Noticed a juggernaut
470677 | Zig:13   | Noticed a juggernaut
470680 | Zig:13   | Noticed a juggernaut
470680 | Zig:13   | Noticed a juggernaut
470680 | Zig:13   | Noticed a juggernaut
470681 | Zig:13   | Noticed a juggernaut
470682 | Zig:13   | Noticed a juggernaut
470682 | Zig:13   | Noticed a juggernaut
470682 | Zig:13   | Noticed a juggernaut
470684 | Zig:13   | Killed a juggernaut
470684 | Zig:13   | Killed a juggernaut
470684 | Zig:13   | Killed a juggernaut
470684 | Zig:13   | Killed a juggernaut
470684 | Zig:13   | Killed a juggernaut
470684 | Zig:13   | Killed a juggernaut
470684 | Zig:13   | Killed a juggernaut
470684 | Zig:13   | Killed a juggernaut
470684 | Zig:13   | Killed a juggernaut
470684 | Zig:13   | Killed a juggernaut
470684 | Zig:13   | Killed a juggernaut
470684 | Zig:13   | Killed a juggernaut
470684 | Zig:13   | Killed a juggernaut
470684 | Zig:13   | Killed a juggernaut
470684 | Zig:13   | Killed a juggernaut
470684 | Zig:13   | Killed a juggernaut
470684 | Zig:13   | Killed a juggernaut
470684 | Zig:13   | Killed a juggernaut
470684 | Zig:13   | Killed a juggernaut
470684 | Zig:13   | Killed a juggernaut
470685 | Zig:13   | Noticed a juggernaut
470685 | Zig:13   | Noticed a juggernaut
470685 | Zig:13   | Noticed a juggernaut
470685 | Zig:13   | Noticed a juggernaut
470685 | Zig:13   | Noticed a juggernaut
470685 | Zig:13   | Noticed a juggernaut
470685 | Zig:13   | Noticed a juggernaut
470685 | Zig:13   | Noticed a juggernaut
470685 | Zig:13   | Noticed a juggernaut
470687 | Zig:13   | Noticed a juggernaut
470687 | Zig:13   | Noticed a juggernaut
470687 | Zig:13   | Killed a juggernaut
470688 | Zig:13   | Noticed a juggernaut
470688 | Zig:13   | Killed a juggernaut
470689 | Zig:13   | Killed a juggernaut
470689 | Zig:13   | Killed a juggernaut
470689 | Zig:13   | Killed a juggernaut
470689 | Zig:13   | Killed a juggernaut
470689 | Zig:13   | Killed a juggernaut
470689 | Zig:13   | Killed a juggernaut
470689 | Zig:13   | Killed a juggernaut
470689 | Zig:13   | Killed a juggernaut
470689 | Zig:13   | Killed a juggernaut
470689 | Zig:13   | Killed a juggernaut
470689 | Zig:13   | Killed a juggernaut
470689 | Zig:13   | Killed a juggernaut
470689 | Zig:13   | Killed a juggernaut
470689 | Zig:13   | Killed a juggernaut
470689 | Zig:13   | Killed a juggernaut
470689 | Zig:13   | Killed a juggernaut
470690 | Zig:13   | Noticed a juggernaut
470690 | Zig:13   | Noticed a juggernaut
470690 | Zig:13   | Noticed a juggernaut
470690 | Zig:13   | Noticed a juggernaut
470690 | Zig:13   | Noticed a juggernaut
470690 | Zig:13   | Noticed a juggernaut
470691 | Zig:13   | Noticed a juggernaut
470692 | Zig:13   | Noticed a juggernaut
470693 | Zig:13   | Noticed a juggernaut
470694 | Zig:13   | Noticed a juggernaut
470694 | Zig:13   | Noticed a juggernaut
470694 | Zig:13   | Killed a juggernaut
470695 | Zig:13   | Noticed a juggernaut
470695 | Zig:13   | Noticed a juggernaut
470695 | Zig:13   | Noticed a juggernaut
470695 | Zig:13   | Noticed a juggernaut
470697 | Zig:13   | Noticed a juggernaut
470698 | Zig:13   | Noticed a juggernaut
470698 | Zig:13   | Noticed a juggernaut
470699 | Zig:13   | Noticed a juggernaut
470700 | Zig:13   | Killed a juggernaut
470700 | Zig:13   | Killed a juggernaut
470700 | Zig:13   | Killed a juggernaut
470700 | Zig:13   | Killed a juggernaut
470700 | Zig:13   | Killed a juggernaut
470700 | Zig:13   | Killed a juggernaut
470700 | Zig:13   | Killed a juggernaut
470700 | Zig:13   | Killed a juggernaut
470700 | Zig:13   | Killed a juggernaut
470700 | Zig:13   | Killed a juggernaut
470700 | Zig:13   | Killed a juggernaut
470700 | Zig:13   | Killed a juggernaut
470700 | Zig:13   | Killed a juggernaut
470700 | Zig:13   | Killed a juggernaut
470700 | Zig:13   | Killed a juggernaut
470700 | Zig:13   | Killed a juggernaut
470700 | Zig:13   | Killed a juggernaut
470700 | Zig:13   | Killed a juggernaut
470701 | Zig:13   | Noticed a juggernaut
470701 | Zig:13   | Noticed a juggernaut
470701 | Zig:13   | Noticed a juggernaut
470702 | Zig:13   | Noticed a juggernaut
470704 | Zig:13   | Noticed a juggernaut
470706 | Zig:13   | Killed a juggernaut
470709 | Zig:13   | Noticed a juggernaut
470709 | Zig:13   | Killed a juggernaut
470709 | Zig:13   | Killed a juggernaut
470709 | Zig:13   | Killed a juggernaut
470709 | Zig:13   | Killed a juggernaut
470709 | Zig:13   | Killed a juggernaut
470710 | Zig:13   | Noticed a juggernaut
470710 | Zig:13   | Noticed a juggernaut
470710 | Zig:13   | Noticed a juggernaut
470711 | Zig:13   | Noticed a juggernaut
470711 | Zig:13   | Noticed a juggernaut
470715 | Zig:13   | Noticed a juggernaut
470716 | Zig:13   | Noticed a juggernaut
470720 | Zig:13   | Killed a juggernaut
470720 | Zig:13   | Killed a juggernaut
470720 | Zig:13   | Killed a juggernaut
470720 | Zig:13   | Killed a juggernaut
470721 | Zig:13   | Noticed a juggernaut
470725 | Zig:13   | Killed a juggernaut
470725 | Zig:13   | Killed a juggernaut
470725 | Zig:13   | Killed a juggernaut
470725 | Zig:13   | Killed a juggernaut
470726 | Zig:13   | Noticed a juggernaut
470726 | Zig:13   | Noticed a juggernaut
470726 | Zig:13   | Noticed a juggernaut
470728 | Zig:13   | Noticed a juggernaut
470729 | Zig:13   | Noticed a juggernaut
470729 | Zig:13   | Noticed a juggernaut
470732 | Zig:13   | Killed a juggernaut
470743 | Zig:13   | Killed a juggernaut
470743 | Zig:13   | Killed a juggernaut
470743 | Zig:13   | Killed a juggernaut
470743 | Zig:13   | Killed a juggernaut
470743 | Zig:13   | Killed a juggernaut
470743 | Zig:13   | Killed a juggernaut
470744 | Zig:13   | Noticed a juggernaut
470754 | Zig:13   | Killed a juggernaut
470795 | Zig:13   | Got a heavily runed bone ring
470797 | Zig:13   | Identified the ring "Sitearaw" {rElec rC+ MR+} (You found it on level 13 of a ziggurat)
470915 | Zig:13   | Identified the Tome of the Escort and Shape Shifting
470947 | Zig:13   | Identified the Disquisition on the Frigorific Birds
470955 | Zig:14   | Entered Level 14 of a ziggurat
470955 | Zig:14   | Noticed a juggernaut
470955 | Zig:14   | Noticed a juggernaut
470955 | Zig:14   | Noticed a juggernaut
470955 | Zig:14   | Noticed a juggernaut
470955 | Zig:14   | Noticed a juggernaut
470955 | Zig:14   | Noticed a juggernaut
470955 | Zig:14   | Noticed a juggernaut
470955 | Zig:14   | Noticed a juggernaut
470955 | Zig:14   | Noticed a juggernaut
470955 | Zig:14   | Noticed a juggernaut
470955 | Zig:14   | Noticed a juggernaut
470955 | Zig:14   | Noticed a juggernaut
470955 | Zig:14   | Noticed a juggernaut
470955 | Zig:14   | Noticed a juggernaut
470955 | Zig:14   | Noticed a juggernaut
470955 | Zig:14   | Noticed a juggernaut
470955 | Zig:14   | Noticed a juggernaut
470955 | Zig:14   | Noticed a juggernaut
470955 | Zig:14   | Noticed a juggernaut
470955 | Zig:14   | Noticed a juggernaut
470955 | Zig:14   | Noticed a juggernaut
470955 | Zig:14   | Noticed a juggernaut
470955 | Zig:14   | Noticed a juggernaut
470955 | Zig:14   | Noticed a juggernaut
470955 | Zig:14   | Noticed a juggernaut
470955 | Zig:14   | Noticed a juggernaut
470958 | Zig:14   | Noticed a juggernaut
470958 | Zig:14   | Noticed a juggernaut
470960 | Zig:14   | Noticed a juggernaut
470960 | Zig:14   | Noticed a juggernaut
470965 | Zig:14   | Killed a juggernaut
470965 | Zig:14   | Killed a juggernaut
470965 | Zig:14   | Killed a juggernaut
470965 | Zig:14   | Killed a juggernaut
470965 | Zig:14   | Killed a juggernaut
470965 | Zig:14   | Killed a juggernaut
470965 | Zig:14   | Killed a juggernaut
470965 | Zig:14   | Killed a juggernaut
470965 | Zig:14   | Killed a juggernaut
470965 | Zig:14   | Killed a juggernaut
470965 | Zig:14   | Killed a juggernaut
470965 | Zig:14   | Killed a juggernaut
470965 | Zig:14   | Killed a juggernaut
470965 | Zig:14   | Killed a juggernaut
470965 | Zig:14   | Killed a juggernaut
470965 | Zig:14   | Killed a juggernaut
470965 | Zig:14   | Killed a juggernaut
470965 | Zig:14   | Killed a juggernaut
470965 | Zig:14   | Killed a juggernaut
470965 | Zig:14   | Killed a juggernaut
470965 | Zig:14   | Killed a juggernaut
470965 | Zig:14   | Killed a juggernaut
470965 | Zig:14   | Killed a juggernaut
470965 | Zig:14   | Killed a juggernaut
470965 | Zig:14   | Killed a juggernaut
470965 | Zig:14   | Killed a juggernaut
470965 | Zig:14   | Killed a juggernaut
470965 | Zig:14   | Killed a juggernaut
470965 | Zig:14   | Killed a juggernaut
470965 | Zig:14   | Killed a juggernaut
470966 | Zig:14   | Noticed a juggernaut
470966 | Zig:14   | Noticed a juggernaut
470966 | Zig:14   | Noticed a juggernaut
470966 | Zig:14   | Noticed a juggernaut
470966 | Zig:14   | Noticed a juggernaut
470966 | Zig:14   | Noticed a juggernaut
470967 | Zig:14   | Noticed a juggernaut
470967 | Zig:14   | Noticed a juggernaut
470967 | Zig:14   | Noticed a juggernaut
470967 | Zig:14   | Noticed a juggernaut
470967 | Zig:14   | Noticed a juggernaut
470967 | Zig:14   | Noticed a juggernaut
470968 | Zig:14   | Noticed a juggernaut
470968 | Zig:14   | Noticed a juggernaut
470969 | Zig:14   | Noticed a juggernaut
470970 | Zig:14   | Noticed a juggernaut
470970 | Zig:14   | Noticed a juggernaut
470970 | Zig:14   | Noticed a juggernaut
470971 | Zig:14   | Noticed a juggernaut
470971 | Zig:14   | Noticed a juggernaut
470972 | Zig:14   | Killed a juggernaut
470972 | Zig:14   | Killed a juggernaut
470972 | Zig:14   | Killed a juggernaut
470972 | Zig:14   | Killed a juggernaut
470972 | Zig:14   | Killed a juggernaut
470972 | Zig:14   | Killed a juggernaut
470972 | Zig:14   | Killed a juggernaut
470972 | Zig:14   | Killed a juggernaut
470972 | Zig:14   | Killed a juggernaut
470972 | Zig:14   | Killed a juggernaut
470972 | Zig:14   | Killed a juggernaut
470972 | Zig:14   | Killed a juggernaut
470972 | Zig:14   | Killed a juggernaut
470972 | Zig:14   | Killed a juggernaut
470972 | Zig:14   | Killed a juggernaut
470972 | Zig:14   | Killed a juggernaut
470972 | Zig:14   | Killed a juggernaut
470972 | Zig:14   | Killed a juggernaut
470973 | Zig:14   | Noticed a juggernaut
470973 | Zig:14   | Noticed a juggernaut
470975 | Zig:14   | Noticed a juggernaut
470975 | Zig:14   | Noticed a juggernaut
470975 | Zig:14   | Killed a juggernaut
470976 | Zig:14   | Noticed a juggernaut
470976 | Zig:14   | Noticed a juggernaut
470976 | Zig:14   | Noticed a juggernaut
470977 | Zig:14   | Noticed a juggernaut
470977 | Zig:14   | Noticed a juggernaut
470980 | Zig:14   | Noticed a juggernaut
470980 | Zig:14   | Noticed a juggernaut
470980 | Zig:14   | Killed a juggernaut
470980 | Zig:14   | Killed a juggernaut
470980 | Zig:14   | Killed a juggernaut
470980 | Zig:14   | Killed a juggernaut
470980 | Zig:14   | Killed a juggernaut
470980 | Zig:14   | Killed a juggernaut
470980 | Zig:14   | Killed a juggernaut
470980 | Zig:14   | Killed a juggernaut
470981 | Zig:14   | Noticed a juggernaut
470981 | Zig:14   | Noticed a juggernaut
470981 | Zig:14   | Noticed a juggernaut
470981 | Zig:14   | Noticed a juggernaut
470981 | Zig:14   | Noticed a juggernaut
470981 | Zig:14   | Killed a juggernaut
470983 | Zig:14   | Noticed a juggernaut
470985 | Zig:14   | Noticed a juggernaut
470985 | Zig:14   | Killed a juggernaut
470987 | Zig:14   | Noticed a juggernaut
470987 | Zig:14   | Noticed a juggernaut
470987 | Zig:14   | Killed a juggernaut
470987 | Zig:14   | Killed a juggernaut
470987 | Zig:14   | Killed a juggernaut
470987 | Zig:14   | Killed a juggernaut
470987 | Zig:14   | Killed a juggernaut
470987 | Zig:14   | Killed a juggernaut
470987 | Zig:14   | Killed a juggernaut
470987 | Zig:14   | Killed a juggernaut
470987 | Zig:14   | Killed a juggernaut
470988 | Zig:14   | Noticed a juggernaut
470988 | Zig:14   | Noticed a juggernaut
470988 | Zig:14   | Noticed a juggernaut
470988 | Zig:14   | Noticed a juggernaut
470989 | Zig:14   | Noticed a juggernaut
470989 | Zig:14   | Noticed a juggernaut
470990 | Zig:14   | Noticed a juggernaut
470990 | Zig:14   | Noticed a juggernaut
470991 | Zig:14   | Noticed a juggernaut
470991 | Zig:14   | Noticed a juggernaut
470993 | Zig:14   | Noticed a juggernaut
470993 | Zig:14   | Noticed a juggernaut
470994 | Zig:14   | Noticed a juggernaut
470996 | Zig:14   | Noticed a juggernaut
470996 | Zig:14   | Noticed a juggernaut
470997 | Zig:14   | Killed a juggernaut
470997 | Zig:14   | Killed a juggernaut
470997 | Zig:14   | Killed a juggernaut
470997 | Zig:14   | Killed a juggernaut
470997 | Zig:14   | Killed a juggernaut
470997 | Zig:14   | Killed a juggernaut
470997 | Zig:14   | Killed a juggernaut
470997 | Zig:14   | Killed a juggernaut
470997 | Zig:14   | Killed a juggernaut
470997 | Zig:14   | Killed a juggernaut
470997 | Zig:14   | Killed a juggernaut
470997 | Zig:14   | Killed a juggernaut
470999 | Zig:14   | Noticed a juggernaut
471011 | Zig:14   | Noticed a juggernaut
471012 | Zig:14   | Killed a juggernaut
471012 | Zig:14   | Killed a juggernaut
471012 | Zig:14   | Killed a juggernaut
471012 | Zig:14   | Killed a juggernaut
471012 | Zig:14   | Killed a juggernaut
471012 | Zig:14   | Killed a juggernaut
471022 | Zig:14   | Killed a juggernaut
471194 | Zig:14   | Got a vibrating pewter ring
471196 | Zig:14   | Identified the cursed ring of the Salmon {rPois EV-2 Dex+2} (You found it on level 14 of a ziggurat)
471265 | Zig:14   | Identified the cursed +0 large shield "Gusumnowk" {rElec rF+ rC-} (You found it on level 14 of a ziggurat)
471290 | Zig:14   | Identified the Incunabulum of the Scribe
471301 | Zig:15   | Entered Level 15 of a ziggurat
471301 | Zig:15   | Noticed an ancient lich
471301 | Zig:15   | Noticed an ancient lich
471301 | Zig:15   | Noticed an ancient lich
471301 | Zig:15   | Noticed an ancient lich
471301 | Zig:15   | Noticed an ancient lich
471301 | Zig:15   | Noticed an ancient lich
471301 | Zig:15   | Noticed an ancient lich
471301 | Zig:15   | Noticed an ancient lich
471301 | Zig:15   | Noticed an ancient lich
471301 | Zig:15   | Noticed an ancient lich
471301 | Zig:15   | Noticed an ancient lich
471301 | Zig:15   | Noticed an ancient lich
471301 | Zig:15   | Noticed an ancient lich
471301 | Zig:15   | Noticed an ancient lich
471301 | Zig:15   | Noticed an ancient lich
471301 | Zig:15   | Noticed an ancient lich
471301 | Zig:15   | Noticed an ancient lich
471302 | Zig:15   | Killed an ancient lich
471302 | Zig:15   | Killed an ancient lich
471302 | Zig:15   | Killed an ancient lich
471302 | Zig:15   | Killed an ancient lich
471302 | Zig:15   | Killed an ancient lich
471302 | Zig:15   | Killed an ancient lich
471302 | Zig:15   | Killed an ancient lich
471302 | Zig:15   | Killed an ancient lich
471302 | Zig:15   | Killed an ancient lich
471302 | Zig:15   | Killed an ancient lich
471302 | Zig:15   | Noticed an ancient lich
471303 | Zig:15   | Noticed an ancient lich
471303 | Zig:15   | Noticed an ancient lich
471303 | Zig:15   | Noticed an ancient lich
471303 | Zig:15   | Noticed an ancient lich
471303 | Zig:15   | Noticed an ancient lich
471303 | Zig:15   | Killed an ancient lich
471303 | Zig:15   | Killed an ancient lich
471303 | Zig:15   | Killed an ancient lich
471303 | Zig:15   | Killed an ancient lich
471303 | Zig:15   | Killed an ancient lich
471303 | Zig:15   | Killed an ancient lich
471303 | Zig:15   | Killed an ancient lich
471303 | Zig:15   | Killed an ancient lich
471304 | Zig:15   | Noticed an ancient lich
471304 | Zig:15   | Noticed an ancient lich
471304 | Zig:15   | Killed an ancient lich
471305 | Zig:15   | Noticed an ancient lich
471305 | Zig:15   | Noticed an ancient lich
471305 | Zig:15   | Noticed an ancient lich
471305 | Zig:15   | Noticed an ancient lich
471306 | Zig:15   | Noticed an ancient lich
471306 | Zig:15   | Noticed an ancient lich
471306 | Zig:15   | Noticed an ancient lich
471306 | Zig:15   | Noticed an ancient lich
471306 | Zig:15   | Noticed an ancient lich
471306 | Zig:15   | Noticed an ancient lich
471306 | Zig:15   | Noticed an ancient lich
471306 | Zig:15   | Noticed an ancient lich
471306 | Zig:15   | Noticed an ancient lich
471306 | Zig:15   | Noticed an ancient lich
471306 | Zig:15   | Noticed an ancient lich
471306 | Zig:15   | Noticed an ancient lich
471306 | Zig:15   | Killed an ancient lich
471306 | Zig:15   | Killed an ancient lich
471306 | Zig:15   | Killed an ancient lich
471307 | Zig:15   | Noticed an ancient lich
471307 | Zig:15   | Noticed an ancient lich
471307 | Zig:15   | Noticed an ancient lich
471307 | Zig:15   | Noticed an ancient lich
471307 | Zig:15   | Noticed an ancient lich
471307 | Zig:15   | Noticed an ancient lich
471307 | Zig:15   | Noticed an ancient lich
471307 | Zig:15   | Noticed an ancient lich
471307 | Zig:15   | Killed an ancient lich
471307 | Zig:15   | Killed an ancient lich
471308 | Zig:15   | Noticed an ancient lich
471308 | Zig:15   | Noticed an ancient lich
471308 | Zig:15   | Noticed an ancient lich
471308 | Zig:15   | Noticed an ancient lich
471308 | Zig:15   | Killed an ancient lich
471308 | Zig:15   | Killed an ancient lich
471308 | Zig:15   | Killed an ancient lich
471308 | Zig:15   | Killed an ancient lich
471308 | Zig:15   | Killed an ancient lich
471308 | Zig:15   | Killed an ancient lich
471308 | Zig:15   | Killed an ancient lich
471308 | Zig:15   | Killed an ancient lich
471309 | Zig:15   | Noticed an ancient lich
471309 | Zig:15   | Noticed an ancient lich
471309 | Zig:15   | Noticed an ancient lich
471309 | Zig:15   | Noticed an ancient lich
471309 | Zig:15   | Noticed an ancient lich
471309 | Zig:15   | Noticed an ancient lich
471309 | Zig:15   | Noticed an ancient lich
471309 | Zig:15   | Noticed an ancient lich
471310 | Zig:15   | Noticed an ancient lich
471310 | Zig:15   | Noticed an ancient lich
471310 | Zig:15   | Noticed an ancient lich
471310 | Zig:15   | Killed an ancient lich
471310 | Zig:15   | Killed an ancient lich
471310 | Zig:15   | Killed an ancient lich
471310 | Zig:15   | Killed an ancient lich
471310 | Zig:15   | Killed an ancient lich
471310 | Zig:15   | Killed an ancient lich
471310 | Zig:15   | Killed an ancient lich
471310 | Zig:15   | Killed an ancient lich
471310 | Zig:15   | Killed an ancient lich
471310 | Zig:15   | Killed an ancient lich
471310 | Zig:15   | Killed an ancient lich
471310 | Zig:15   | Killed an ancient lich
471310 | Zig:15   | Killed an ancient lich
471310 | Zig:15   | Killed an ancient lich
471310 | Zig:15   | Killed an ancient lich
471310 | Zig:15   | Killed an ancient lich
471310 | Zig:15   | Killed an ancient lich
471310 | Zig:15   | Killed an ancient lich
471310 | Zig:15   | Killed an ancient lich
471310 | Zig:15   | Killed an ancient lich
471310 | Zig:15   | Killed an ancient lich
471310 | Zig:15   | Killed an ancient lich
471311 | Zig:15   | Noticed an ancient lich
471311 | Zig:15   | Noticed an ancient lich
471311 | Zig:15   | Noticed an ancient lich
471311 | Zig:15   | Noticed an ancient lich
471311 | Zig:15   | Noticed an ancient lich
471311 | Zig:15   | Noticed an ancient lich
471311 | Zig:15   | Noticed an ancient lich
471311 | Zig:15   | Noticed an ancient lich
471312 | Zig:15   | Noticed an ancient lich
471312 | Zig:15   | Noticed an ancient lich
471312 | Zig:15   | Noticed an ancient lich
471312 | Zig:15   | Noticed an ancient lich
471312 | Zig:15   | Noticed an ancient lich
471313 | Zig:15   | Noticed an ancient lich
471313 | Zig:15   | Noticed an ancient lich
471313 | Zig:15   | Noticed an ancient lich
471313 | Zig:15   | Noticed an ancient lich
471313 | Zig:15   | Killed an ancient lich
471313 | Zig:15   | Killed an ancient lich
471313 | Zig:15   | Killed an ancient lich
471313 | Zig:15   | Killed an ancient lich
471313 | Zig:15   | Killed an ancient lich
471313 | Zig:15   | Killed an ancient lich
471313 | Zig:15   | Killed an ancient lich
471313 | Zig:15   | Killed an ancient lich
471313 | Zig:15   | Killed an ancient lich
471313 | Zig:15   | Killed an ancient lich
471313 | Zig:15   | Killed an ancient lich
471313 | Zig:15   | Killed an ancient lich
471313 | Zig:15   | Killed an ancient lich
471313 | Zig:15   | Killed an ancient lich
471314 | Zig:15   | Noticed an ancient lich
471314 | Zig:15   | Noticed an ancient lich
471314 | Zig:15   | Noticed an ancient lich
471314 | Zig:15   | Noticed an ancient lich
471314 | Zig:15   | Noticed an ancient lich
471315 | Zig:15   | Killed an ancient lich
471315 | Zig:15   | Killed an ancient lich
471315 | Zig:15   | Killed an ancient lich
471315 | Zig:15   | Killed an ancient lich
471315 | Zig:15   | Killed an ancient lich
471316 | Zig:15   | Noticed an ancient lich
471316 | Zig:15   | Noticed an ancient lich
471316 | Zig:15   | Killed an ancient lich
471316 | Zig:15   | Killed an ancient lich
471316 | Zig:15   | Killed an ancient lich
471316 | Zig:15   | Killed an ancient lich
471316 | Zig:15   | Killed an ancient lich
471316 | Zig:15   | Killed an ancient lich
471317 | Zig:15   | Noticed an ancient lich
471317 | Zig:15   | Noticed an ancient lich
471317 | Zig:15   | Noticed an ancient lich
471317 | Zig:15   | Killed an ancient lich
471317 | Zig:15   | Killed an ancient lich
471317 | Zig:15   | Killed an ancient lich
471317 | Zig:15   | Killed an ancient lich
471318 | Zig:15   | Noticed an ancient lich
471318 | Zig:15   | Noticed an ancient lich
471318 | Zig:15   | Noticed an ancient lich
471318 | Zig:15   | Noticed an ancient lich
471318 | Zig:15   | Killed an ancient lich
471318 | Zig:15   | Killed an ancient lich
471319 | Zig:15   | Noticed an ancient lich
471319 | Zig:15   | Noticed an ancient lich
471319 | Zig:15   | Noticed an ancient lich
471319 | Zig:15   | Killed an ancient lich
471319 | Zig:15   | Killed an ancient lich
471319 | Zig:15   | Killed an ancient lich
471319 | Zig:15   | Killed an ancient lich
471319 | Zig:15   | Killed an ancient lich
471319 | Zig:15   | Killed an ancient lich
471320 | Zig:15   | Noticed an ancient lich
471321 | Zig:15   | Noticed an ancient lich
471321 | Zig:15   | Noticed an ancient lich
471321 | Zig:15   | Noticed an ancient lich
471321 | Zig:15   | Noticed an ancient lich
471322 | Zig:15   | Noticed an ancient lich
471322 | Zig:15   | Killed an ancient lich
471322 | Zig:15   | Killed an ancient lich
471322 | Zig:15   | Killed an ancient lich
471322 | Zig:15   | Killed an ancient lich
471322 | Zig:15   | Killed an ancient lich
471322 | Zig:15   | Killed an ancient lich
471322 | Zig:15   | Killed an ancient lich
471322 | Zig:15   | Killed an ancient lich
471322 | Zig:15   | Killed an ancient lich
471322 | Zig:15   | Killed an ancient lich
471322 | Zig:15   | Killed an ancient lich
471323 | Zig:15   | Noticed an ancient lich
471323 | Zig:15   | Noticed an ancient lich
471323 | Zig:15   | Killed an ancient lich
471323 | Zig:15   | Killed an ancient lich
471323 | Zig:15   | Killed an ancient lich
471324 | Zig:15   | Noticed an ancient lich
471325 | Zig:15   | Noticed an ancient lich
471326 | Zig:15   | Noticed an ancient lich
471326 | Zig:15   | Noticed an ancient lich
471326 | Zig:15   | Noticed an ancient lich
471326 | Zig:15   | Killed an ancient lich
471328 | Zig:15   | Noticed an ancient lich
471328 | Zig:15   | Killed an ancient lich
471328 | Zig:15   | Killed an ancient lich
471334 | Zig:15   | Killed an ancient lich
471334 | Zig:15   | Killed an ancient lich
471334 | Zig:15   | Killed an ancient lich
471335 | Zig:15   | Killed an ancient lich
471339 | Zig:15   | Identified Muadouw's Handbook of the Floating Rocks
471501 | Zig:15   | Identified the +5 hat "Byoczih" {MR++} (You found it on level 15 of a ziggurat)
471529 | Zig:16   | Entered Level 16 of a ziggurat
471529 | Zig:16   | Noticed an ancient lich
471529 | Zig:16   | Noticed an ancient lich
471529 | Zig:16   | Noticed an ancient lich
471529 | Zig:16   | Noticed an ancient lich
471529 | Zig:16   | Noticed an ancient lich
471529 | Zig:16   | Noticed an ancient lich
471529 | Zig:16   | Noticed an ancient lich
471529 | Zig:16   | Noticed an ancient lich
471529 | Zig:16   | Noticed an ancient lich
471529 | Zig:16   | Noticed an ancient lich
471530 | Zig:16   | Killed an ancient lich
471530 | Zig:16   | Killed an ancient lich
471530 | Zig:16   | Killed an ancient lich
471531 | Zig:16   | Noticed an ancient lich
471531 | Zig:16   | Noticed an ancient lich
471531 | Zig:16   | Killed an ancient lich
471531 | Zig:16   | Killed an ancient lich
471531 | Zig:16   | Killed an ancient lich
471531 | Zig:16   | Killed an ancient lich
471531 | Zig:16   | Killed an ancient lich
471531 | Zig:16   | Killed an ancient lich
471531 | Zig:16   | Killed an ancient lich
471531 | Zig:16   | Killed an ancient lich
471532 | Zig:16   | Noticed an ancient lich
471532 | Zig:16   | Noticed an ancient lich
471532 | Zig:16   | Noticed an ancient lich
471532 | Zig:16   | Killed an ancient lich
471533 | Zig:16   | Noticed an ancient lich
471533 | Zig:16   | Noticed an ancient lich
471534 | Zig:16   | Killed an ancient lich
471534 | Zig:16   | Killed an ancient lich
471534 | Zig:16   | Killed an ancient lich
471534 | Zig:16   | Killed an ancient lich
471535 | Zig:16   | Noticed an ancient lich
471535 | Zig:16   | Noticed an ancient lich
471535 | Zig:16   | Noticed an ancient lich
471535 | Zig:16   | Killed an ancient lich
471535 | Zig:16   | Killed an ancient lich
471536 | Zig:16   | Noticed an ancient lich
471536 | Zig:16   | Killed an ancient lich
471536 | Zig:16   | Killed an ancient lich
471537 | Zig:16   | Noticed an ancient lich
471537 | Zig:16   | Noticed an ancient lich
471537 | Zig:16   | Noticed an ancient lich
471537 | Zig:16   | Noticed an ancient lich
471538 | Zig:16   | Noticed an ancient lich
471539 | Zig:16   | Noticed an ancient lich
471539 | Zig:16   | Killed an ancient lich
471539 | Zig:16   | Killed an ancient lich
471540 | Zig:16   | Noticed an ancient lich
471540 | Zig:16   | Noticed an ancient lich
471540 | Zig:16   | Killed an ancient lich
471540 | Zig:16   | Killed an ancient lich
471540 | Zig:16   | Killed an ancient lich
471540 | Zig:16   | Killed an ancient lich
471540 | Zig:16   | Killed an ancient lich
471541 | Zig:16   | Noticed an ancient lich
471541 | Zig:16   | Noticed an ancient lich
471541 | Zig:16   | Noticed an ancient lich
471542 | Zig:16   | Noticed an ancient lich
471542 | Zig:16   | Killed an ancient lich
471542 | Zig:16   | Killed an ancient lich
471542 | Zig:16   | Killed an ancient lich
471542 | Zig:16   | Killed an ancient lich
471542 | Zig:16   | Killed an ancient lich
471543 | Zig:16   | Noticed an ancient lich
471543 | Zig:16   | Killed an ancient lich
471544 | Zig:16   | Noticed an ancient lich
471544 | Zig:16   | Noticed an ancient lich
471544 | Zig:16   | Noticed an ancient lich
471544 | Zig:16   | Noticed an ancient lich
471544 | Zig:16   | Noticed an ancient lich
471544 | Zig:16   | Noticed an ancient lich
471545 | Zig:16   | Noticed an ancient lich
471545 | Zig:16   | Killed an ancient lich
471545 | Zig:16   | Killed an ancient lich
471545 | Zig:16   | Killed an ancient lich
471545 | Zig:16   | Killed an ancient lich
471545 | Zig:16   | Killed an ancient lich
471546 | Zig:16   | Noticed an ancient lich
471546 | Zig:16   | Noticed an ancient lich
471546 | Zig:16   | Killed an ancient lich
471546 | Zig:16   | Killed an ancient lich
471546 | Zig:16   | Killed an ancient lich
471546 | Zig:16   | Killed an ancient lich
471547 | Zig:16   | Noticed an ancient lich
471547 | Zig:16   | Noticed an ancient lich
471547 | Zig:16   | Noticed an ancient lich
471548 | Zig:16   | Noticed an ancient lich
471548 | Zig:16   | Killed an ancient lich
471548 | Zig:16   | Killed an ancient lich
471548 | Zig:16   | Killed an ancient lich
471548 | Zig:16   | Noticed an ancient lich
471548 | Zig:16   | Noticed an ancient lich
471548 | Zig:16   | Noticed an ancient lich
471548 | Zig:16   | Noticed an ancient lich
471548 | Zig:16   | Noticed an ancient lich
471548 | Zig:16   | Noticed an ancient lich
471548 | Zig:16   | Noticed an ancient lich
471548 | Zig:16   | Noticed an ancient lich
471549 | Zig:16   | Noticed an ancient lich
471549 | Zig:16   | Noticed an ancient lich
471549 | Zig:16   | Noticed an ancient lich
471549 | Zig:16   | Noticed an ancient lich
471549 | Zig:16   | Noticed an ancient lich
471549 | Zig:16   | Noticed an ancient lich
471549 | Zig:16   | Noticed an ancient lich
471549 | Zig:16   | Killed an ancient lich
471549 | Zig:16   | Killed an ancient lich
471549 | Zig:16   | Killed an ancient lich
471549 | Zig:16   | Killed an ancient lich
471549 | Zig:16   | Killed an ancient lich
471549 | Zig:16   | Killed an ancient lich
471549 | Zig:16   | Killed an ancient lich
471549 | Zig:16   | Killed an ancient lich
471550 | Zig:16   | Noticed an ancient lich
471551 | Zig:16   | Noticed an ancient lich
471551 | Zig:16   | Noticed an ancient lich
471551 | Zig:16   | Noticed an ancient lich
471551 | Zig:16   | Noticed an ancient lich
471551 | Zig:16   | Killed an ancient lich
471551 | Zig:16   | Killed an ancient lich
471551 | Zig:16   | Killed an ancient lich
471551 | Zig:16   | Killed an ancient lich
471551 | Zig:16   | Killed an ancient lich
471551 | Zig:16   | Killed an ancient lich
471551 | Zig:16   | Killed an ancient lich
471551 | Zig:16   | Killed an ancient lich
471552 | Zig:16   | Killed an ancient lich
471552 | Zig:16   | Killed an ancient lich
471552 | Zig:16   | Killed an ancient lich
471552 | Zig:16   | Killed an ancient lich
471554 | Zig:16   | Noticed an ancient lich
471554 | Zig:16   | Noticed an ancient lich
471556 | Zig:16   | Killed an ancient lich
471556 | Zig:16   | Killed an ancient lich
471556 | Zig:16   | Killed an ancient lich
471557 | Zig:16   | Noticed an ancient lich
471557 | Zig:16   | Killed an ancient lich
471557 | Zig:16   | Killed an ancient lich
471561 | Zig:16   | Noticed an ancient lich
471561 | Zig:16   | Noticed an ancient lich
471562 | Zig:16   | Killed an ancient lich
471563 | Zig:16   | Noticed an ancient lich
471563 | Zig:16   | Noticed an ancient lich
471563 | Zig:16   | Killed an ancient lich
471563 | Zig:16   | Killed an ancient lich
471564 | Zig:16   | Noticed an ancient lich
471565 | Zig:16   | Noticed an ancient lich
471565 | Zig:16   | Noticed an ancient lich
471565 | Zig:16   | Killed an ancient lich
471565 | Zig:16   | Killed an ancient lich
471566 | Zig:16   | Noticed an ancient lich
471566 | Zig:16   | Killed an ancient lich
471566 | Zig:16   | Killed an ancient lich
471568 | Zig:16   | Noticed an ancient lich
471568 | Zig:16   | Killed an ancient lich
471570 | Zig:16   | Noticed an ancient lich
471570 | Zig:16   | Noticed an ancient lich
471571 | Zig:16   | Killed an ancient lich
471571 | Zig:16   | Killed an ancient lich
471572 | Zig:16   | Killed an ancient lich
471573 | Zig:16   | Noticed an ancient lich
471573 | Zig:16   | Noticed an ancient lich
471575 | Zig:16   | Noticed an ancient lich
471575 | Zig:16   | Killed an ancient lich
471576 | Zig:16   | Killed an ancient lich
471576 | Zig:16   | Killed an ancient lich
471580 | Zig:16   | Noticed an ancient lich
471583 | Zig:16   | Killed an ancient lich
471656 | Zig:16   | Got a bound lead ring
471658 | Zig:16   | Identified the cursed ring "Iheofots" {Int-5 Slay+5} (You found it on level 16 of a ziggurat)
471826 | Zig:17   | Entered Level 17 of a ziggurat
471826 | Zig:17   | Noticed an ancient lich
471826 | Zig:17   | Noticed an ancient lich
471826 | Zig:17   | Noticed an ancient lich
471826 | Zig:17   | Noticed an ancient lich
471826 | Zig:17   | Noticed an ancient lich
471826 | Zig:17   | Noticed an ancient lich
471826 | Zig:17   | Noticed an ancient lich
471826 | Zig:17   | Noticed an ancient lich
471826 | Zig:17   | Noticed an ancient lich
471826 | Zig:17   | Noticed an ancient lich
471826 | Zig:17   | Noticed an ancient lich
471826 | Zig:17   | Noticed an ancient lich
471826 | Zig:17   | Noticed an ancient lich
471826 | Zig:17   | Noticed an ancient lich
471826 | Zig:17   | Noticed an ancient lich
471826 | Zig:17   | Noticed an ancient lich
471826 | Zig:17   | Noticed an ancient lich
471827 | Zig:17   | Killed an ancient lich
471827 | Zig:17   | Killed an ancient lich
471827 | Zig:17   | Killed an ancient lich
471827 | Zig:17   | Killed an ancient lich
471827 | Zig:17   | Killed an ancient lich
471827 | Zig:17   | Killed an ancient lich
471827 | Zig:17   | Killed an ancient lich
471827 | Zig:17   | Killed an ancient lich
471827 | Zig:17   | Killed an ancient lich
471827 | Zig:17   | Killed an ancient lich
471827 | Zig:17   | Killed an ancient lich
471828 | Zig:17   | Noticed an ancient lich
471828 | Zig:17   | Noticed an ancient lich
471828 | Zig:17   | Noticed an ancient lich
471828 | Zig:17   | Noticed an ancient lich
471828 | Zig:17   | Noticed an ancient lich
471828 | Zig:17   | Noticed an ancient lich
471828 | Zig:17   | Noticed an ancient lich
471828 | Zig:17   | Noticed an ancient lich
471828 | Zig:17   | Killed an ancient lich
471828 | Zig:17   | Killed an ancient lich
471828 | Zig:17   | Killed an ancient lich
471828 | Zig:17   | Killed an ancient lich
471828 | Zig:17   | Killed an ancient lich
471828 | Zig:17   | Killed an ancient lich
471828 | Zig:17   | Killed an ancient lich
471828 | Zig:17   | Killed an ancient lich
471828 | Zig:17   | Killed an ancient lich
471828 | Zig:17   | Killed an ancient lich
471829 | Zig:17   | Noticed an ancient lich
471829 | Zig:17   | Noticed an ancient lich
471829 | Zig:17   | Noticed an ancient lich
471829 | Zig:17   | Noticed an ancient lich
471830 | Zig:17   | Noticed an ancient lich
471830 | Zig:17   | Noticed an ancient lich
471832 | Zig:17   | Noticed an ancient lich
471832 | Zig:17   | Killed an ancient lich
471832 | Zig:17   | Killed an ancient lich
471832 | Zig:17   | Killed an ancient lich
471833 | Zig:17   | Noticed an ancient lich
471833 | Zig:17   | Noticed an ancient lich
471833 | Zig:17   | Noticed an ancient lich
471833 | Zig:17   | Killed an ancient lich
471834 | Zig:17   | Noticed an ancient lich
471834 | Zig:17   | Noticed an ancient lich
471834 | Zig:17   | Noticed an ancient lich
471834 | Zig:17   | Noticed an ancient lich
471834 | Zig:17   | Noticed an ancient lich
471834 | Zig:17   | Noticed an ancient lich
471834 | Zig:17   | Noticed an ancient lich
471834 | Zig:17   | Noticed an ancient lich
471834 | Zig:17   | Noticed an ancient lich
471834 | Zig:17   | Killed an ancient lich
471834 | Zig:17   | Killed an ancient lich
471834 | Zig:17   | Killed an ancient lich
471834 | Zig:17   | Killed an ancient lich
471835 | Zig:17   | Noticed an ancient lich
471835 | Zig:17   | Noticed an ancient lich
471835 | Zig:17   | Noticed an ancient lich
471835 | Zig:17   | Noticed an ancient lich
471835 | Zig:17   | Noticed an ancient lich
471835 | Zig:17   | Killed an ancient lich
471835 | Zig:17   | Killed an ancient lich
471835 | Zig:17   | Killed an ancient lich
471835 | Zig:17   | Killed an ancient lich
471835 | Zig:17   | Killed an ancient lich
471836 | Zig:17   | Noticed an ancient lich
471836 | Zig:17   | Noticed an ancient lich
471836 | Zig:17   | Noticed an ancient lich
471836 | Zig:17   | Noticed an ancient lich
471836 | Zig:17   | Noticed an ancient lich
471836 | Zig:17   | Noticed an ancient lich
471836 | Zig:17   | Noticed an ancient lich
471836 | Zig:17   | Noticed an ancient lich
471836 | Zig:17   | Noticed an ancient lich
471836 | Zig:17   | Noticed an ancient lich
471836 | Zig:17   | Noticed an ancient lich
471836 | Zig:17   | Noticed an ancient lich
471837 | Zig:17   | Noticed an ancient lich
471837 | Zig:17   | Noticed an ancient lich
471837 | Zig:17   | Noticed an ancient lich
471837 | Zig:17   | Noticed an ancient lich
471837 | Zig:17   | Noticed an ancient lich
471837 | Zig:17   | Noticed an ancient lich
471837 | Zig:17   | Noticed an ancient lich
471837 | Zig:17   | Noticed an ancient lich
471837 | Zig:17   | Noticed an ancient lich
471837 | Zig:17   | Noticed an ancient lich
471837 | Zig:17   | Noticed an ancient lich
471838 | Zig:17   | Noticed an ancient lich
471838 | Zig:17   | Noticed an ancient lich
471838 | Zig:17   | Killed an ancient lich
471838 | Zig:17   | Killed an ancient lich
471838 | Zig:17   | Killed an ancient lich
471838 | Zig:17   | Killed an ancient lich
471838 | Zig:17   | Killed an ancient lich
471838 | Zig:17   | Killed an ancient lich
471838 | Zig:17   | Killed an ancient lich
471838 | Zig:17   | Killed an ancient lich
471838 | Zig:17   | Killed an ancient lich
471838 | Zig:17   | Killed an ancient lich
471838 | Zig:17   | Killed an ancient lich
471838 | Zig:17   | Killed an ancient lich
471838 | Zig:17   | Killed an ancient lich
471838 | Zig:17   | Killed an ancient lich
471838 | Zig:17   | Killed an ancient lich
471838 | Zig:17   | Killed an ancient lich
471838 | Zig:17   | Killed an ancient lich
471838 | Zig:17   | Killed an ancient lich
471838 | Zig:17   | Killed an ancient lich
471838 | Zig:17   | Killed an ancient lich
471838 | Zig:17   | Killed an ancient lich
471838 | Zig:17   | Killed an ancient lich
471838 | Zig:17   | Killed an ancient lich
471838 | Zig:17   | Killed an ancient lich
471838 | Zig:17   | Killed an ancient lich
471839 | Zig:17   | Noticed an ancient lich
471839 | Zig:17   | Noticed an ancient lich
471839 | Zig:17   | Noticed an ancient lich
471839 | Zig:17   | Killed an ancient lich
471839 | Zig:17   | Killed an ancient lich
471839 | Zig:17   | Killed an ancient lich
471839 | Zig:17   | Killed an ancient lich
471839 | Zig:17   | Killed an ancient lich
471839 | Zig:17   | Killed an ancient lich
471839 | Zig:17   | Killed an ancient lich
471839 | Zig:17   | Killed an ancient lich
471839 | Zig:17   | Killed an ancient lich
471839 | Zig:17   | Killed an ancient lich
471839 | Zig:17   | Killed an ancient lich
471839 | Zig:17   | Killed an ancient lich
471839 | Zig:17   | Killed an ancient lich
471839 | Zig:17   | Killed an ancient lich
471840 | Zig:17   | Noticed an ancient lich
471840 | Zig:17   | Noticed an ancient lich
471840 | Zig:17   | Noticed an ancient lich
471840 | Zig:17   | Noticed an ancient lich
471840 | Zig:17   | Noticed an ancient lich
471840 | Zig:17   | Noticed an ancient lich
471840 | Zig:17   | Noticed an ancient lich
471840 | Zig:17   | Noticed an ancient lich
471840 | Zig:17   | Noticed an ancient lich
471840 | Zig:17   | Noticed an ancient lich
471840 | Zig:17   | Noticed an ancient lich
471840 | Zig:17   | Noticed an ancient lich
471840 | Zig:17   | Noticed an ancient lich
471841 | Zig:17   | Noticed an ancient lich
471841 | Zig:17   | Noticed an ancient lich
471841 | Zig:17   | Noticed an ancient lich
471841 | Zig:17   | Noticed an ancient lich
471841 | Zig:17   | Noticed an ancient lich
471841 | Zig:17   | Noticed an ancient lich
471841 | Zig:17   | Noticed an ancient lich
471842 | Zig:17   | Noticed an ancient lich
471842 | Zig:17   | Noticed an ancient lich
471842 | Zig:17   | Noticed an ancient lich
471843 | Zig:17   | Noticed an ancient lich
471843 | Zig:17   | Noticed an ancient lich
471843 | Zig:17   | Noticed an ancient lich
471843 | Zig:17   | Killed an ancient lich
471844 | Zig:17   | Noticed an ancient lich
471844 | Zig:17   | Noticed an ancient lich
471844 | Zig:17   | Noticed an ancient lich
471844 | Zig:17   | Noticed an ancient lich
471844 | Zig:17   | Noticed an ancient lich
471844 | Zig:17   | Noticed an ancient lich
471844 | Zig:17   | Noticed an ancient lich
471844 | Zig:17   | Noticed an ancient lich
471844 | Zig:17   | Noticed an ancient lich
471844 | Zig:17   | Noticed an ancient lich
471844 | Zig:17   | Killed an ancient lich
471844 | Zig:17   | Killed an ancient lich
471844 | Zig:17   | Killed an ancient lich
471844 | Zig:17   | Killed an ancient lich
471845 | Zig:17   | Noticed an ancient lich
471845 | Zig:17   | Noticed an ancient lich
471845 | Zig:17   | Noticed an ancient lich
471845 | Zig:17   | Noticed an ancient lich
471845 | Zig:17   | Noticed an ancient lich
471845 | Zig:17   | Killed an ancient lich
471845 | Zig:17   | Killed an ancient lich
471845 | Zig:17   | Killed an ancient lich
471845 | Zig:17   | Killed an ancient lich
471845 | Zig:17   | Killed an ancient lich
471845 | Zig:17   | Killed an ancient lich
471845 | Zig:17   | Killed an ancient lich
471845 | Zig:17   | Killed an ancient lich
471845 | Zig:17   | Killed an ancient lich
471845 | Zig:17   | Killed an ancient lich
471845 | Zig:17   | Killed an ancient lich
471845 | Zig:17   | Killed an ancient lich
471845 | Zig:17   | Killed an ancient lich
471845 | Zig:17   | Killed an ancient lich
471845 | Zig:17   | Killed an ancient lich
471845 | Zig:17   | Killed an ancient lich
471845 | Zig:17   | Killed an ancient lich
471845 | Zig:17   | Killed an ancient lich
471845 | Zig:17   | Killed an ancient lich
471845 | Zig:17   | Killed an ancient lich
471845 | Zig:17   | Killed an ancient lich
471845 | Zig:17   | Killed an ancient lich
471846 | Zig:17   | Noticed an ancient lich
471846 | Zig:17   | Noticed an ancient lich
471846 | Zig:17   | Noticed an ancient lich
471846 | Zig:17   | Noticed an ancient lich
471846 | Zig:17   | Killed an ancient lich
471846 | Zig:17   | Killed an ancient lich
471846 | Zig:17   | Killed an ancient lich
471846 | Zig:17   | Killed an ancient lich
471846 | Zig:17   | Killed an ancient lich
471846 | Zig:17   | Killed an ancient lich
471846 | Zig:17   | Killed an ancient lich
471846 | Zig:17   | Killed an ancient lich
471846 | Zig:17   | Killed an ancient lich
471846 | Zig:17   | Killed an ancient lich
471846 | Zig:17   | Killed an ancient lich
471847 | Zig:17   | Noticed an ancient lich
471847 | Zig:17   | Noticed an ancient lich
471847 | Zig:17   | Noticed an ancient lich
471847 | Zig:17   | Noticed an ancient lich
471847 | Zig:17   | Noticed an ancient lich
471847 | Zig:17   | Noticed an ancient lich
471847 | Zig:17   | Noticed an ancient lich
471847 | Zig:17   | Noticed an ancient lich
471847 | Zig:17   | Noticed an ancient lich
471848 | Zig:17   | Noticed an ancient lich
471848 | Zig:17   | Noticed an ancient lich
471848 | Zig:17   | Noticed an ancient lich
471848 | Zig:17   | Noticed an ancient lich
471848 | Zig:17   | Noticed an ancient lich
471849 | Zig:17   | Noticed an ancient lich
471849 | Zig:17   | Noticed an ancient lich
471849 | Zig:17   | Noticed an ancient lich
471849 | Zig:17   | Killed an ancient lich
471849 | Zig:17   | Killed an ancient lich
471849 | Zig:17   | Killed an ancient lich
471849 | Zig:17   | Killed an ancient lich
471849 | Zig:17   | Killed an ancient lich
471849 | Zig:17   | Killed an ancient lich
471849 | Zig:17   | Killed an ancient lich
471849 | Zig:17   | Killed an ancient lich
471849 | Zig:17   | Killed an ancient lich
471849 | Zig:17   | Killed an ancient lich
471849 | Zig:17   | Killed an ancient lich
471849 | Zig:17   | Killed an ancient lich
471850 | Zig:17   | Noticed an ancient lich
471850 | Zig:17   | Noticed an ancient lich
471850 | Zig:17   | Noticed an ancient lich
471850 | Zig:17   | Noticed an ancient lich
471850 | Zig:17   | Noticed an ancient lich
471850 | Zig:17   | Killed an ancient lich
471850 | Zig:17   | Killed an ancient lich
471850 | Zig:17   | Killed an ancient lich
471850 | Zig:17   | Killed an ancient lich
471850 | Zig:17   | Killed an ancient lich
471850 | Zig:17   | Killed an ancient lich
471850 | Zig:17   | Killed an ancient lich
471850 | Zig:17   | Killed an ancient lich
471850 | Zig:17   | Killed an ancient lich
471850 | Zig:17   | Killed an ancient lich
471850 | Zig:17   | Killed an ancient lich
471850 | Zig:17   | Killed an ancient lich
471850 | Zig:17   | Killed an ancient lich
471850 | Zig:17   | Killed an ancient lich
471850 | Zig:17   | Killed an ancient lich
471850 | Zig:17   | Killed an ancient lich
471850 | Zig:17   | Killed an ancient lich
471851 | Zig:17   | Noticed an ancient lich
471851 | Zig:17   | Noticed an ancient lich
471851 | Zig:17   | Noticed an ancient lich
471851 | Zig:17   | Noticed an ancient lich
471851 | Zig:17   | Noticed an ancient lich
471852 | Zig:17   | Noticed an ancient lich
471852 | Zig:17   | Noticed an ancient lich
471852 | Zig:17   | Noticed an ancient lich
471853 | Zig:17   | Noticed an ancient lich
471853 | Zig:17   | Noticed an ancient lich
471853 | Zig:17   | Killed an ancient lich
471853 | Zig:17   | Killed an ancient lich
471853 | Zig:17   | Killed an ancient lich
471853 | Zig:17   | Killed an ancient lich
471853 | Zig:17   | Killed an ancient lich
471853 | Zig:17   | Killed an ancient lich
471853 | Zig:17   | Killed an ancient lich
471853 | Zig:17   | Killed an ancient lich
471853 | Zig:17   | Killed an ancient lich
471854 | Zig:17   | Noticed an ancient lich
471854 | Zig:17   | Noticed an ancient lich
471854 | Zig:17   | Noticed an ancient lich
471854 | Zig:17   | Noticed an ancient lich
471854 | Zig:17   | Killed an ancient lich
471854 | Zig:17   | Killed an ancient lich
471855 | Zig:17   | Noticed an ancient lich
471855 | Zig:17   | Noticed an ancient lich
471855 | Zig:17   | Noticed an ancient lich
471855 | Zig:17   | Noticed an ancient lich
471855 | Zig:17   | Noticed an ancient lich
471855 | Zig:17   | Killed an ancient lich
471855 | Zig:17   | Killed an ancient lich
471855 | Zig:17   | Killed an ancient lich
471856 | Zig:17   | Noticed an ancient lich
471856 | Zig:17   | Noticed an ancient lich
471856 | Zig:17   | Noticed an ancient lich
471856 | Zig:17   | Killed an ancient lich
471857 | Zig:17   | Noticed an ancient lich
471857 | Zig:17   | Noticed an ancient lich
471857 | Zig:17   | Killed an ancient lich
471857 | Zig:17   | Killed an ancient lich
471857 | Zig:17   | Killed an ancient lich
471858 | Zig:17   | Noticed an ancient lich
471859 | Zig:17   | Noticed an ancient lich
471860 | Zig:17   | Noticed an ancient lich
471861 | Zig:17   | Noticed an ancient lich
471863 | Zig:17   | Killed an ancient lich
471863 | Zig:17   | Killed an ancient lich
471863 | Zig:17   | Killed an ancient lich
471863 | Zig:17   | Killed an ancient lich
471863 | Zig:17   | Killed an ancient lich
471863 | Zig:17   | Killed an ancient lich
471863 | Zig:17   | Killed an ancient lich
471863 | Zig:17   | Killed an ancient lich
471863 | Zig:17   | Killed an ancient lich
471863 | Zig:17   | Killed an ancient lich
471863 | Zig:17   | Killed an ancient lich
471864 | Zig:17   | Noticed an ancient lich
471865 | Zig:17   | Killed an ancient lich
471865 | Zig:17   | Killed an ancient lich
471865 | Zig:17   | Killed an ancient lich
471865 | Zig:17   | Killed an ancient lich
471868 | Zig:17   | Noticed an ancient lich
471872 | Zig:17   | Noticed an ancient lich
471875 | Zig:17   | Killed an ancient lich
471891 | Zig:17   | Got a smoking bone ring
471893 | Zig:17   | Identified the ring "Ikkez" {rElec rN+ Str-2 Dex+3} (You found it on level 17 of a ziggurat)
471909 | Zig:17   | Got a scintillating crystal amulet
471910 | Zig:17   | Identified the amulet "Wesk" {Spirit *Drain MR+ Stlth+} (You found it on level 17 of a ziggurat)
471927 | Zig:17   | Got a translucent bronze ring
471928 | Zig:17   | Identified the ring of Muykkex {rPois rN+} (You found it on level 17 of a ziggurat)
472055 | Zig:17   | Got a smoking granite ring
472056 | Zig:17   | Identified the cursed ring "Nocraif" {rN++ EV-2} (You found it on level 17 of a ziggurat)
472064 | Zig:17   | Identified the Tome of Entrancing Sinister Rituals
472166 | Zig:18   | Entered Level 18 of a ziggurat
472240 | Zig:18   | Got a sparkling pewter amulet
472241 | Zig:18   | Identified the amulet of Etrai {Harm *Drain rF++ rN+ Int-3} (You found it on level 18 of a ziggurat)
472244 | Zig:18   | Got a bound brass ring
472246 | Zig:18   | Identified the ring "Boysocloj" {Wiz Dex+3} (You found it on level 18 of a ziggurat)
472397 | Zig:18   | Identified the Guide on the Gliding Snowflakes
472399 | Zig:18   | Got a fine iron ring
472400 | Zig:18   | Identified the ring "Unlufeitao" {Wiz Int+9} (You found it on level 18 of a ziggurat)
472402 | Zig:18   | Got a scorched ruby amulet
472403 | Zig:18   | Identified the amulet "Iprole" {RegenMP MR- MP+9 Int+3 Dex+4} (You found it on level 18 of a ziggurat)
472413 | Zig:18   | Got a crude ruby amulet
472414 | Zig:18   | Identified the amulet of Abolec {Spirit *Contam rPois rN+ Dex+4} (You found it on level 18 of a ziggurat)
472424 | Zig:18   | Got a brightly glowing turquoise ring
472426 | Zig:18   | Identified the ring "Orcheosm" {+Fly rN+} (You found it on level 18 of a ziggurat)
472573 | Zig:19   | Entered Level 19 of a ziggurat
472643 | Zig:19   | Identified the +3 pair of gloves of Varaan {rF+ Dex+4} (You found it on level 19 of a ziggurat)
472654 | Zig:19   | Got a warped wooden ring
472656 | Zig:19   | Identified the cursed ring of Mevaut {rF+ Str-3} (You found it on level 19 of a ziggurat)
472669 | Zig:19   | Got a scorched glass ring
472670 | Zig:19   | Identified the ring "Boteuhiny" {*Tele rElec rF+} (You found it on level 19 of a ziggurat)
472960 | Zig:20   | Entered Level 20 of a ziggurat
472960 | Zig:20   | Noticed Ezaladoi the pandemonium lord
472960 | Zig:20   | Noticed Vanorig the pandemonium lord
472960 | Zig:20   | Noticed Ujuima the pandemonium lord
472960 | Zig:20   | Noticed Bivausu the pandemonium lord
472960 | Zig:20   | Noticed Vurec the pandemonium lord
472960 | Zig:20   | Noticed Fohor Etse the pandemonium lord
472960 | Zig:20   | Noticed Ceudwahipn the pandemonium lord
472960 | Zig:20   | Noticed Fuwkicao the pandemonium lord
472960 | Zig:20   | Noticed Ixugoj the pandemonium lord
472960 | Zig:20   | Noticed Zuyki the pandemonium lord
472960 | Zig:20   | Noticed Gegoeh the pandemonium lord
472960 | Zig:20   | Noticed Byliupsuo the pandemonium lord
472960 | Zig:20   | Noticed Dulaekh the pandemonium lord
472960 | Zig:20   | Noticed Erel the pandemonium lord
472960 | Zig:20   | Noticed Yklec the pandemonium lord
472960 | Zig:20   | Noticed Miamify the pandemonium lord
472960 | Zig:20   | Noticed Muopuh the pandemonium lord
472960 | Zig:20   | Noticed Udyladd the pandemonium lord
472960 | Zig:20   | Noticed Ocha Lawn the pandemonium lord
472960 | Zig:20   | Noticed Qeess the pandemonium lord
472960 | Zig:20   | Noticed Pygrafof the pandemonium lord
472960 | Zig:20   | Noticed Esuonoshal the pandemonium lord
472960 | Zig:20   | Noticed Supruibi the pandemonium lord
472960 | Zig:20   | Noticed Cevuc the pandemonium lord
472960 | Zig:20   | Noticed Jijef the pandemonium lord
472960 | Zig:20   | Noticed Foriceta the pandemonium lord
472960 | Zig:20   | Noticed Luler the pandemonium lord
472960 | Zig:20   | Noticed Xehoafo the pandemonium lord
472960 | Zig:20   | Noticed Kysubogal the pandemonium lord
472960 | Zig:20   | Noticed Doutzoh the pandemonium lord
472960 | Zig:20   | Noticed Xibuun Lait the pandemonium lord
472960 | Zig:20   | Noticed Wamusaw the pandemonium lord
472960 | Zig:20   | Noticed Xetoats the pandemonium lord
472960 | Zig:20   | Noticed Cemoocri the pandemonium lord
472960 | Zig:20   | Noticed Qeakky the pandemonium lord
472960 | Zig:20   | Noticed Xafahemoa the pandemonium lord
472960 | Zig:20   | Noticed Ile Ludgh the pandemonium lord
472960 | Zig:20   | Noticed Fiehyimp the pandemonium lord
472960 | Zig:20   | Noticed Lopn the pandemonium lord
472960 | Zig:20   | Noticed Neineat the pandemonium lord
472960 | Zig:20   | Noticed Ecunoibb the pandemonium lord
472960 | Zig:20   | Noticed Rag Quw the pandemonium lord
472960 | Zig:20   | Noticed Weikh the pandemonium lord
472960 | Zig:20   | Noticed Uroa the pandemonium lord
472960 | Zig:20   | Noticed Apomamm the pandemonium lord
472960 | Zig:20   | Noticed Kesyox the pandemonium lord
472962 | Zig:20   | Noticed Ziacaox the pandemonium lord
472962 | Zig:20   | Noticed Pachoom the pandemonium lord
472963 | Zig:20   | Noticed Vojorow the pandemonium lord
472963 | Zig:20   | Noticed Osuejune the pandemonium lord
472963 | Zig:20   | Noticed Eppucaedd the pandemonium lord
472964 | Zig:20   | Noticed Woehokhlem the pandemonium lord
472964 | Zig:20   | Noticed Buahutoes the pandemonium lord
472964 | Zig:20   | Killed Gegoeh the pandemonium lord
472964 | Zig:20   | Killed Foriceta the pandemonium lord
472964 | Zig:20   | Killed Xafahemoa the pandemonium lord
472964 | Zig:20   | Killed Fiehyimp the pandemonium lord
472964 | Zig:20   | Killed Vurec the pandemonium lord
472964 | Zig:20   | Killed Wamusaw the pandemonium lord
472965 | Zig:20   | Noticed Naovowude the pandemonium lord
472965 | Zig:20   | Killed Qeakky the pandemonium lord
472965 | Zig:20   | Killed Pygrafof the pandemonium lord
472967 | Zig:20   | Noticed Puomah the pandemonium lord
472968 | Zig:20   | Noticed Toer the pandemonium lord
472968 | Zig:20   | Killed Uroa the pandemonium lord
472968 | Zig:20   | Killed Neineat the pandemonium lord
472969 | Zig:20   | Noticed Yrecoy the pandemonium lord
472969 | Zig:20   | Killed Woehokhlem the pandemonium lord
472969 | Zig:20   | Killed Supruibi the pandemonium lord
472969 | Zig:20   | Killed Ocha Lawn the pandemonium lord
472969 | Zig:20   | Killed Pachoom the pandemonium lord
472969 | Zig:20   | Killed Cemoocri the pandemonium lord
472969 | Zig:20   | Killed Doutzoh the pandemonium lord
472970 | Zig:20   | Noticed Tussoofao the pandemonium lord
472970 | Zig:20   | Noticed Pisiow the pandemonium lord
472971 | Zig:20   | Noticed Yggogeb the pandemonium lord
472971 | Zig:20   | Noticed Jayxt the pandemonium lord
472971 | Zig:20   | Noticed Alayrghi the pandemonium lord
472971 | Zig:20   | Killed Buahutoes the pandemonium lord
472971 | Zig:20   | Killed Xehoafo the pandemonium lord
472971 | Zig:20   | Killed Xibuun Lait the pandemonium lord
472971 | Zig:20   | Killed Kysubogal the pandemonium lord
472971 | Zig:20   | Killed Udyladd the pandemonium lord
472971 | Zig:20   | Killed Puomah the pandemonium lord
472971 | Zig:20   | Killed Ceudwahipn the pandemonium lord
472971 | Zig:20   | Killed Eppucaedd the pandemonium lord
472972 | Zig:20   | Noticed Xaweegh the pandemonium lord
472974 | Zig:20   | Noticed Xuutt the pandemonium lord
472974 | Zig:20   | Noticed Umoabrie the pandemonium lord
472974 | Zig:20   | Killed Ecunoibb the pandemonium lord
472974 | Zig:20   | Killed Muopuh the pandemonium lord
472974 | Zig:20   | Killed Ziacaox the pandemonium lord
472974 | Zig:20   | Killed Lopn the pandemonium lord
472974 | Zig:20   | Killed Erel the pandemonium lord
472974 | Zig:20   | Killed Byliupsuo the pandemonium lord
472974 | Zig:20   | Killed Jijef the pandemonium lord
472974 | Zig:20   | Killed Yklec the pandemonium lord
472974 | Zig:20   | Noticed Bumypnue the pandemonium lord
472975 | Zig:20   | Noticed Kuteinuge the pandemonium lord
472975 | Zig:20   | Noticed Fielae the pandemonium lord
472976 | Zig:20   | Noticed Naoc the pandemonium lord
472976 | Zig:20   | Killed Vojorow the pandemonium lord
472976 | Zig:20   | Killed Miamify the pandemonium lord
472976 | Zig:20   | Killed Kesyox the pandemonium lord
472977 | Zig:20   | Noticed Xaiqy the pandemonium lord
472977 | Zig:20   | Noticed Qepowna the pandemonium lord
472977 | Zig:20   | Noticed Heci Zeck the pandemonium lord
472977 | Zig:20   | Noticed Zoczoi the pandemonium lord
472978 | Zig:20   | Noticed Maohuorr the pandemonium lord
472978 | Zig:20   | Noticed Vaohae the pandemonium lord
472978 | Zig:20   | Noticed Wela Mou the pandemonium lord
472978 | Zig:20   | Killed Zepunos the pandemonium lord
472978 | Zig:20   | Killed Ile Ludgh the pandemonium lord
472978 | Zig:20   | Killed Tillaad the pandemonium lord
472978 | Zig:20   | Killed Xuutt the pandemonium lord
472978 | Zig:20   | Killed Osuejune the pandemonium lord
472978 | Zig:20   | Killed Weikh the pandemonium lord
472978 | Zig:20   | Killed Qeess the pandemonium lord
472979 | Zig:20   | Noticed Misits the pandemonium lord
472979 | Zig:20   | Noticed Mitail the pandemonium lord
472979 | Zig:20   | Killed Luler the pandemonium lord
472979 | Zig:20   | Killed Jayxt the pandemonium lord
472979 | Zig:20   | Killed Yggogeb the pandemonium lord
472981 | Zig:20   | Noticed Turim the pandemonium lord
472981 | Zig:20   | Noticed Yrits the pandemonium lord
472981 | Zig:20   | Killed Ezaladoi the pandemonium lord
472982 | Zig:20   | Noticed Zeuggops the pandemonium lord
472982 | Zig:20   | Killed Vanorig the pandemonium lord
472982 | Zig:20   | Killed Heci Zeck the pandemonium lord
472983 | Zig:20   | Noticed Roiput the pandemonium lord
472983 | Zig:20   | Noticed Zuschaure the pandemonium lord
472983 | Zig:20   | Noticed Ypoharch the pandemonium lord
472983 | Zig:20   | Noticed Mesofoe the pandemonium lord
472983 | Zig:20   | Noticed Oruhimargh the pandemonium lord
472983 | Zig:20   | Killed Fuwkicao the pandemonium lord
472984 | Zig:20   | Noticed Tugakig the pandemonium lord
472984 | Zig:20   | Noticed Xafabb the pandemonium lord
472984 | Zig:20   | Noticed Hasoluz the pandemonium lord
472984 | Zig:20   | Noticed Kyutokex the pandemonium lord
472984 | Zig:20   | Noticed Paimiczu the pandemonium lord
472985 | Zig:20   | Noticed Dicoh the pandemonium lord
472986 | Zig:20   | Noticed Ceptauff the pandemonium lord
472986 | Zig:20   | Noticed Saludye the pandemonium lord
472986 | Zig:20   | Noticed Uqey the pandemonium lord
472986 | Zig:20   | Noticed Kiasmip the pandemonium lord
472986 | Zig:20   | Killed Naovowude the pandemonium lord
472987 | Zig:20   | Noticed Yruy the pandemonium lord
472988 | Zig:20   | Noticed Xophuim the pandemonium lord
472988 | Zig:20   | Killed Mesofoe the pandemonium lord
472988 | Zig:20   | Killed Rag Quw the pandemonium lord
472989 | Zig:20   | Noticed Gam Bes the pandemonium lord
472989 | Zig:20   | Noticed Macuw the pandemonium lord
472989 | Zig:20   | Killed Pisiow the pandemonium lord
472989 | Zig:20   | Killed Apomamm the pandemonium lord
472990 | Zig:20   | Noticed Ypliajar the pandemonium lord
472990 | Zig:20   | Noticed Zammarut the pandemonium lord
472990 | Zig:20   | Killed Kuteinuge the pandemonium lord
472990 | Zig:20   | Killed Yrecoy the pandemonium lord
472991 | Zig:20   | Noticed Jat Fei the pandemonium lord
472991 | Zig:20   | Noticed Ywoup the pandemonium lord
472991 | Zig:20   | Killed Vaohae the pandemonium lord
472992 | Zig:20   | Noticed Mileaf the pandemonium lord
472992 | Zig:20   | Noticed Askasuaragy the pandemonium lord
472992 | Zig:20   | Noticed Xewovvukh the pandemonium lord
472992 | Zig:20   | Killed Qepowna the pandemonium lord
472992 | Zig:20   | Killed Ocupn the pandemonium lord
472992 | Zig:20   | Killed Cevuc the pandemonium lord
472992 | Zig:20   | Killed Turim the pandemonium lord
472992 | Zig:20   | Killed Zeuggops the pandemonium lord
472993 | Zig:20   | Noticed Atirefob the pandemonium lord
472993 | Zig:20   | Noticed Agadolu the pandemonium lord
472993 | Zig:20   | Killed Xaweegh the pandemonium lord
472993 | Zig:20   | Killed Yrits the pandemonium lord
472993 | Zig:20   | Killed Macuw the pandemonium lord
472993 | Zig:20   | Killed Uqey the pandemonium lord
472993 | Zig:20   | Killed Alayrghi the pandemonium lord
472993 | Zig:20   | Killed Ypoharch the pandemonium lord
472993 | Zig:20   | Killed Zuschaure the pandemonium lord
472995 | Zig:20   | Noticed Xolirche the pandemonium lord
472995 | Zig:20   | Noticed Hosemoa the pandemonium lord
472996 | Zig:20   | Noticed Icicwuah the pandemonium lord
472997 | Zig:20   | Noticed Wanin the pandemonium lord
472998 | Zig:20   | Killed Toer the pandemonium lord
472998 | Zig:20   | Killed Mileaf the pandemonium lord
472998 | Zig:20   | Killed Tussoofao the pandemonium lord
472998 | Zig:20   | Killed Misits the pandemonium lord
472998 | Zig:20   | Killed Xophuim the pandemonium lord
472998 | Zig:20   | Killed Fielae the pandemonium lord
472999 | Zig:20   | Noticed Pumaru Salu the pandemonium lord
472999 | Zig:20   | Killed Wela Mou the pandemonium lord
472999 | Zig:20   | Killed Tugakig the pandemonium lord
472999 | Zig:20   | Killed Xetoats the pandemonium lord
472999 | Zig:20   | Killed Kiasmip the pandemonium lord
473000 | Zig:20   | Noticed Xeoll the pandemonium lord
473000 | Zig:20   | Noticed Xesoavott the pandemonium lord
473000 | Zig:20   | Killed Naoc the pandemonium lord
473000 | Zig:20   | Killed Jat Fei the pandemonium lord
473000 | Zig:20   | Killed Myriuhoi the pandemonium lord
473000 | Zig:20   | Killed Atirefob the pandemonium lord
473000 | Zig:20   | Killed Hasoluz the pandemonium lord
473000 | Zig:20   | Killed Bumypnue the pandemonium lord
473000 | Zig:20   | Killed Elia the pandemonium lord
473000 | Zig:20   | Killed Ywoup the pandemonium lord
473000 | Zig:20   | Killed Zammarut the pandemonium lord
473000 | Zig:20   | Killed Roiput the pandemonium lord
473000 | Zig:20   | Noticed Ymiruibo the pandemonium lord
473000 | Zig:20   | Noticed Awyrhen the pandemonium lord
473001 | Zig:20   | Noticed Gogo the pandemonium lord
473001 | Zig:20   | Noticed Boimy the pandemonium lord
473002 | Zig:20   | Killed Xewovvukh the pandemonium lord
473002 | Zig:20   | Killed Wacul the pandemonium lord
473002 | Zig:20   | Killed Askasuaragy the pandemonium lord
473002 | Zig:20   | Killed Gam Bes the pandemonium lord
473002 | Zig:20   | Killed Agadolu the pandemonium lord
473003 | Zig:20   | Noticed Segozulie the pandemonium lord
473003 | Zig:20   | Noticed Ravaweac the pandemonium lord
473003 | Zig:20   | Noticed Qorasmaq the pandemonium lord
473004 | Zig:20   | Noticed Neifot the pandemonium lord
473004 | Zig:20   | Noticed Emuschid the pandemonium lord
473004 | Zig:20   | Killed Maohuorr the pandemonium lord
473004 | Zig:20   | Killed Saludye the pandemonium lord
473004 | Zig:20   | Killed Zoczoi the pandemonium lord
473004 | Zig:20   | Killed Awyrhen the pandemonium lord
473005 | Zig:20   | Noticed Uwed the pandemonium lord
473005 | Zig:20   | Noticed Onux the pandemonium lord
473005 | Zig:20   | Noticed Tuaps the pandemonium lord
473005 | Zig:20   | Noticed Fohe the pandemonium lord
473005 | Zig:20   | Killed Hosemoa the pandemonium lord
473006 | Zig:20   | Noticed Saxogh the pandemonium lord
473006 | Zig:20   | Noticed Jomiobov the pandemonium lord
473006 | Zig:20   | Killed Xolirche the pandemonium lord
473006 | Zig:20   | Killed Kikulaq the pandemonium lord
473006 | Zig:20   | Killed Yruy the pandemonium lord
473006 | Zig:20   | Killed Boimy the pandemonium lord
473007 | Zig:20   | Noticed Xikaho the pandemonium lord
473007 | Zig:20   | Noticed Jatalawneih the pandemonium lord
473007 | Zig:20   | Noticed Girorece the pandemonium lord
473009 | Zig:20   | Noticed Qotwyel the pandemonium lord
473009 | Zig:20   | Noticed Huzesinn the pandemonium lord
473009 | Zig:20   | Noticed Ogeunn the pandemonium lord
473009 | Zig:20   | Killed Huzesinn the pandemonium lord
473009 | Zig:20   | Killed Gogo the pandemonium lord
473009 | Zig:20   | Killed Ymiruibo the pandemonium lord
473009 | Zig:20   | Killed Onux the pandemonium lord
473009 | Zig:20   | Killed Mitail the pandemonium lord
473009 | Zig:20   | Killed Wanin the pandemonium lord
473009 | Zig:20   | Killed Qorasmaq the pandemonium lord
473010 | Zig:20   | Noticed Mozof the pandemonium lord
473010 | Zig:20   | Noticed Zishrusio the pandemonium lord
473010 | Zig:20   | Noticed Ymoyl the pandemonium lord
473010 | Zig:20   | Noticed Ose Denam the pandemonium lord
473010 | Zig:20   | Killed Oruhimargh the pandemonium lord
473010 | Zig:20   | Killed Xesoavott the pandemonium lord
473010 | Zig:20   | Killed Xikaho the pandemonium lord
473011 | Zig:20   | Noticed Esostoad the pandemonium lord
473011 | Zig:20   | Killed Xafabb the pandemonium lord
473011 | Zig:20   | Killed Icicwuah the pandemonium lord
473011 | Zig:20   | Killed Segozulie the pandemonium lord
473011 | Zig:20   | Killed Ravaweac the pandemonium lord
473011 | Zig:20   | Killed Ogeunn the pandemonium lord
473012 | Zig:20   | Noticed Jaemah the pandemonium lord
473012 | Zig:20   | Noticed Isheroom the pandemonium lord
473012 | Zig:20   | Noticed Remadghe the pandemonium lord
473012 | Zig:20   | Noticed Orhawol the pandemonium lord
473012 | Zig:20   | Killed Umoabrie the pandemonium lord
473012 | Zig:20   | Killed Emuschid the pandemonium lord
473012 | Zig:20   | Killed Dicoh the pandemonium lord
473012 | Zig:20   | Killed Saxogh the pandemonium lord
473012 | Zig:20   | Killed Ypliajar the pandemonium lord
473013 | Zig:20   | Noticed Yttut the pandemonium lord
473013 | Zig:20   | Killed Tuaps the pandemonium lord
473013 | Zig:20   | Killed Xaiqy the pandemonium lord
473013 | Zig:20   | Killed Girorece the pandemonium lord
473013 | Zig:20   | Killed Fohor Etse the pandemonium lord
473013 | Zig:20   | Killed Pumaru Salu the pandemonium lord
473014 | Zig:20   | Noticed Apiseise the pandemonium lord
473014 | Zig:20   | Noticed Xumoguodd the pandemonium lord
473014 | Zig:20   | Noticed Hyluu the pandemonium lord
473014 | Zig:20   | Killed Fohe the pandemonium lord
473014 | Zig:20   | Killed Ceptauff the pandemonium lord
473014 | Zig:20   | Killed Bivausu the pandemonium lord
473015 | Zig:20   | Noticed Dareti the pandemonium lord
473015 | Zig:20   | Noticed Uceoc the pandemonium lord
473015 | Zig:20   | Noticed Nitzi the pandemonium lord
473016 | Zig:20   | Noticed Myrchine the pandemonium lord
473017 | Zig:20   | Killed Paimiczu the pandemonium lord
473017 | Zig:20   | Killed Ose Denam the pandemonium lord
473017 | Zig:20   | Killed Uwed the pandemonium lord
473018 | Zig:20   | Noticed Utaucv Osmock the pandemonium lord
473018 | Zig:20   | Noticed Kumpozig the pandemonium lord
473018 | Zig:20   | Noticed Eveal the pandemonium lord
473018 | Zig:20   | Killed Apiseise the pandemonium lord
473018 | Zig:20   | Killed Xeoll the pandemonium lord
473018 | Zig:20   | Killed Xumoguodd the pandemonium lord
473018 | Zig:20   | Killed Esostoad the pandemonium lord
473018 | Zig:20   | Killed Jomiobov the pandemonium lord
473019 | Zig:20   | Noticed Bas Zem the pandemonium lord
473019 | Zig:20   | Noticed Oggaod the pandemonium lord
473020 | Zig:20   | Noticed Viroc the pandemonium lord
473020 | Zig:20   | Noticed Fuaf the pandemonium lord
473020 | Zig:20   | Noticed Wyikit the pandemonium lord
473020 | Zig:20   | Noticed Feqapoepp the pandemonium lord
473020 | Zig:20   | Noticed Monkiys the pandemonium lord
473020 | Zig:20   | Noticed Mikhlekk the pandemonium lord
473020 | Zig:20   | Noticed Socuusha the pandemonium lord
473020 | Zig:20   | Killed Isheroom the pandemonium lord
473020 | Zig:20   | Killed Jatalawneih the pandemonium lord
473020 | Zig:20   | Killed Ymoyl the pandemonium lord
473020 | Zig:20   | Killed Myrchine the pandemonium lord
473020 | Zig:20   | Killed Qotwyel the pandemonium lord
473020 | Zig:20   | Killed Neifot the pandemonium lord
473021 | Zig:20   | Noticed Ymodwan the pandemonium lord
473021 | Zig:20   | Noticed Nyul the pandemonium lord
473021 | Zig:20   | Noticed Mucasial the pandemonium lord
473021 | Zig:20   | Noticed Vorunaq the pandemonium lord
473022 | Zig:20   | Noticed Imeqyid the pandemonium lord
473022 | Zig:20   | Noticed Emaum the pandemonium lord
473023 | Zig:20   | Noticed Nuracecw the pandemonium lord
473023 | Zig:20   | Noticed Yheo the pandemonium lord
473024 | Zig:20   | Noticed Ofrilont the pandemonium lord
473024 | Zig:20   | Killed Emaum the pandemonium lord
473026 | Zig:20   | Noticed Zatuimoly the pandemonium lord
473026 | Zig:20   | Noticed Agguwy the pandemonium lord
473026 | Zig:20   | Killed Fuaf the pandemonium lord
473026 | Zig:20   | Killed Feqapoepp the pandemonium lord
473026 | Zig:20   | Killed Ceinod the pandemonium lord
473026 | Zig:20   | Killed Jaemah the pandemonium lord
473026 | Zig:20   | Killed Eveal the pandemonium lord
473026 | Zig:20   | Killed Utaucv Osmock the pandemonium lord
473026 | Zig:20   | Killed Kumpozig the pandemonium lord
473026 | Zig:20   | Killed Zishrusio the pandemonium lord
473026 | Zig:20   | Killed Mozof the pandemonium lord
473026 | Zig:20   | Killed Nitzi the pandemonium lord
473026 | Zig:20   | Killed Imeqyid the pandemonium lord
473026 | Zig:20   | Killed Oggaod the pandemonium lord
473027 | Zig:20   | Noticed Ufrannu the pandemonium lord
473027 | Zig:20   | Noticed Jujeq the pandemonium lord
473027 | Zig:20   | Noticed Qeotaink the pandemonium lord
473027 | Zig:20   | Noticed Eczyokh the pandemonium lord
473028 | Zig:20   | Noticed Jole the pandemonium lord
473028 | Zig:20   | Noticed Zoffeank the pandemonium lord
473029 | Zig:20   | Noticed Leonys the pandemonium lord
473030 | Zig:20   | Noticed Cicouz the pandemonium lord
473030 | Zig:20   | Noticed Kesusmar the pandemonium lord
473031 | Zig:20   | Noticed Ihatz the pandemonium lord
473031 | Zig:20   | Noticed Quem the pandemonium lord
473032 | Zig:20   | Noticed Coas the pandemonium lord
473032 | Zig:20   | Killed Jole the pandemonium lord
473033 | Zig:20   | Noticed Ykeod the pandemonium lord
473036 | Zig:20   | Killed Monkiys the pandemonium lord
473037 | Zig:20   | Noticed Syofon the pandemonium lord
473037 | Zig:20   | Noticed Ymaod the pandemonium lord
473038 | Zig:20   | Killed Hyluu the pandemonium lord
473039 | Zig:20   | Killed Mucasial the pandemonium lord
473040 | Zig:20   | Noticed Orytav the pandemonium lord
473042 | Zig:20   | Noticed Tuyziuz the pandemonium lord
473042 | Zig:20   | Killed Yttut the pandemonium lord
473042 | Zig:20   | Killed Kesusmar the pandemonium lord
473042 | Zig:20   | Killed Cicouz the pandemonium lord
473042 | Zig:20   | Killed Qeotaink the pandemonium lord
473044 | Zig:20   | Noticed Taoblul the pandemonium lord
473044 | Zig:20   | Noticed Penergh the pandemonium lord
473045 | Zig:20   | Noticed Uqeaxy the pandemonium lord
473046 | Zig:20   | Noticed Zononush the pandemonium lord
473046 | Zig:20   | Killed Dareti the pandemonium lord
473048 | Zig:20   | Noticed Biggoar the pandemonium lord
473048 | Zig:20   | Killed Socuusha the pandemonium lord
473049 | Zig:20   | Noticed Orchour the pandemonium lord
473049 | Zig:20   | Killed Remadghe the pandemonium lord
473049 | Zig:20   | Killed Uceoc the pandemonium lord
473050 | Zig:20   | Noticed Gofeewn the pandemonium lord
473050 | Zig:20   | Killed Ufrannu the pandemonium lord
473051 | Zig:20   | Noticed Ubryn the pandemonium lord
473052 | Zig:20   | Noticed Xaubbem the pandemonium lord
473052 | Zig:20   | Noticed Xyh Til the pandemonium lord
473052 | Zig:20   | Noticed Vacol the pandemonium lord
473052 | Zig:20   | Killed Ymodwan the pandemonium lord
473052 | Zig:20   | Killed Jujeq the pandemonium lord
473053 | Zig:20   | Noticed Xaredgh the pandemonium lord
473053 | Zig:20   | Killed Uqeaxy the pandemonium lord
473053 | Zig:20   | Killed Nyul the pandemonium lord
473054 | Zig:20   | Noticed Tozudiam the pandemonium lord
473054 | Zig:20   | Killed Ofrilont the pandemonium lord
473058 | Zig:20   | Noticed Muninn the pandemonium lord
473058 | Zig:20   | Noticed Gauchir the pandemonium lord
473058 | Zig:20   | Killed Ymaod the pandemonium lord
473058 | Zig:20   | Killed Xaredgh the pandemonium lord
473058 | Zig:20   | Killed Ujuima the pandemonium lord
473058 | Zig:20   | Killed Zoffeank the pandemonium lord
473058 | Zig:20   | Killed Biggoar the pandemonium lord
473060 | Zig:20   | Killed Gofeewn the pandemonium lord
473060 | Zig:20   | Killed Leonys the pandemonium lord
473060 | Zig:20   | Killed Vacol the pandemonium lord
473060 | Zig:20   | Killed Agguwy the pandemonium lord
473060 | Zig:20   | Killed Zononush the pandemonium lord
473060 | Zig:20   | Killed Riur the pandemonium lord
473062 | Zig:20   | Noticed Guntoic the pandemonium lord
473062 | Zig:20   | Noticed Curoa the pandemonium lord
473063 | Zig:20   | Noticed Imuq the pandemonium lord
473063 | Zig:20   | Noticed Viasm the pandemonium lord
473064 | Zig:20   | Killed Ykeod the pandemonium lord
473064 | Zig:20   | Killed Tesosopa the pandemonium lord
473064 | Zig:20   | Killed Goryilymo the pandemonium lord
473064 | Zig:20   | Killed Ihatz the pandemonium lord
473064 | Zig:20   | Killed Gauchir the pandemonium lord
473064 | Zig:20   | Killed Zatuimoly the pandemonium lord
473065 | Zig:20   | Noticed Boxa the pandemonium lord
473066 | Zig:20   | Killed Viasm the pandemonium lord
473067 | Zig:20   | Noticed Ucung the pandemonium lord
473068 | Zig:20   | Noticed Viruaj the pandemonium lord
473068 | Zig:20   | Noticed Jeubbuij the pandemonium lord
473068 | Zig:20   | Killed Imuq the pandemonium lord
473069 | Zig:20   | Noticed Kill the pandemonium lord
473070 | Zig:20   | Killed Coas the pandemonium lord
473071 | Zig:20   | Noticed Jagataj the pandemonium lord
473071 | Zig:20   | Noticed Wievaresch the pandemonium lord
473071 | Zig:20   | Killed Xyh Til the pandemonium lord
473072 | Zig:20   | Noticed Cuhaettu the pandemonium lord
473072 | Zig:20   | Noticed Deibreamec the pandemonium lord
473072 | Zig:20   | Killed Wyikit the pandemonium lord
473072 | Zig:20   | Killed Curoa the pandemonium lord
473073 | Zig:20   | Noticed Busodd the pandemonium lord
473073 | Zig:20   | Killed Orchour the pandemonium lord
473073 | Zig:20   | Killed Ubryn the pandemonium lord
473074 | Zig:20   | Noticed Misk the pandemonium lord
473075 | Zig:20   | Noticed Saicru the pandemonium lord
473075 | Zig:20   | Noticed Zimess Wowno the pandemonium lord
473075 | Zig:20   | Noticed Lafoeg the pandemonium lord
473075 | Zig:20   | Noticed Piphon the pandemonium lord
473075 | Zig:20   | Killed Viruaj the pandemonium lord
473075 | Zig:20   | Killed Xaubbem the pandemonium lord
473076 | Zig:20   | Noticed Ewamaod the pandemonium lord
473076 | Zig:20   | Noticed Syme the pandemonium lord
473076 | Zig:20   | Noticed Zigacun the pandemonium lord
473076 | Zig:20   | Noticed Vegryveps the pandemonium lord
473077 | Zig:20   | Noticed Meghebe the pandemonium lord
473077 | Zig:20   | Noticed Wetsih the pandemonium lord
473077 | Zig:20   | Noticed Johenohowy the pandemonium lord
473077 | Zig:20   | Killed Jagataj the pandemonium lord
473077 | Zig:20   | Killed Kill the pandemonium lord
473077 | Zig:20   | Killed Zimess Wowno the pandemonium lord
473077 | Zig:20   | Killed Eczyokh the pandemonium lord
473077 | Zig:20   | Killed Tuyziuz the pandemonium lord
473077 | Zig:20   | Killed Jeubbuij the pandemonium lord
473078 | Zig:20   | Noticed Toocs the pandemonium lord
473078 | Zig:20   | Noticed Veyzoegh the pandemonium lord
473078 | Zig:20   | Killed Toocs the pandemonium lord
473078 | Zig:20   | Killed Wetsih the pandemonium lord
473078 | Zig:20   | Killed Kyutokex the pandemonium lord
473078 | Zig:20   | Killed Qeruhism the pandemonium lord
473078 | Zig:20   | Killed Tozudiam the pandemonium lord
473078 | Zig:20   | Killed Orytav the pandemonium lord
473078 | Zig:20   | Killed Nuracecw the pandemonium lord
473078 | Zig:20   | Killed Syofon the pandemonium lord
473079 | Zig:20   | Noticed Giqierr the pandemonium lord
473079 | Zig:20   | Killed Bas Zem the pandemonium lord
473079 | Zig:20   | Killed Piphon the pandemonium lord
473079 | Zig:20   | Killed Ucung the pandemonium lord
473080 | Zig:20   | Noticed Tosm the pandemonium lord
473080 | Zig:20   | Killed Quem the pandemonium lord
473080 | Zig:20   | Killed Dulaekh the pandemonium lord
473080 | Zig:20   | Killed Veyzoegh the pandemonium lord
473080 | Zig:20   | Killed Mikhlekk the pandemonium lord
473080 | Zig:20   | Killed Vorunaq the pandemonium lord
473081 | Zig:20   | Noticed Jyablaing the pandemonium lord
473081 | Zig:20   | Killed Giqierr the pandemonium lord
473081 | Zig:20   | Killed Syme the pandemonium lord
473081 | Zig:20   | Killed Vegryveps the pandemonium lord
473081 | Zig:20   | Killed Wievaresch the pandemonium lord
473082 | Zig:20   | Noticed Zoudejib the pandemonium lord
473082 | Zig:20   | Noticed Ahu Paef the pandemonium lord
473082 | Zig:20   | Noticed Tipsuheps the pandemonium lord
473082 | Zig:20   | Killed Boxa the pandemonium lord
473082 | Zig:20   | Killed Zoudejib the pandemonium lord
473082 | Zig:20   | Killed Zigacun the pandemonium lord
473082 | Zig:20   | Killed Zecaeq the pandemonium lord
473082 | Zig:20   | Killed Yheo the pandemonium lord
473082 | Zig:20   | Killed Ewamaod the pandemonium lord
473082 | Zig:20   | Killed Cuhaettu the pandemonium lord
473083 | Zig:20   | Noticed Cedd the pandemonium lord
473083 | Zig:20   | Noticed Tomenwob the pandemonium lord
473084 | Zig:20   | Noticed Dywutachu the pandemonium lord
473084 | Zig:20   | Noticed Seach the pandemonium lord
473084 | Zig:20   | Noticed Weutahec the pandemonium lord
473084 | Zig:20   | Noticed Pataebun the pandemonium lord
473084 | Zig:20   | Killed Taoblul the pandemonium lord
473084 | Zig:20   | Killed Penergh the pandemonium lord
473084 | Zig:20   | Killed Busodd the pandemonium lord
473085 | Zig:20   | Killed Pataebun the pandemonium lord
473085 | Zig:20   | Killed Misk the pandemonium lord
473085 | Zig:20   | Killed Johenohowy the pandemonium lord
473085 | Zig:20   | Killed Dywutachu the pandemonium lord
473085 | Zig:20   | Killed Gojic the pandemonium lord
473085 | Zig:20   | Killed Deibreamec the pandemonium lord
473085 | Zig:20   | Killed Seach the pandemonium lord
473086 | Zig:20   | Noticed Raingosm the pandemonium lord
473086 | Zig:20   | Noticed Leocasez the pandemonium lord
473086 | Zig:20   | Noticed Nexidy the pandemonium lord
473086 | Zig:20   | Noticed Tismumoo the pandemonium lord
473087 | Zig:20   | Noticed Jidailit the pandemonium lord
473087 | Zig:20   | Noticed Petom the pandemonium lord
473088 | Zig:20   | Noticed Soikh the pandemonium lord
473089 | Zig:20   | Noticed Giurad the pandemonium lord
473089 | Zig:20   | Noticed Wiewer the pandemonium lord
473089 | Zig:20   | Noticed Boyg the pandemonium lord
473090 | Zig:20   | Noticed Hiloag the pandemonium lord
473090 | Zig:20   | Noticed Ykkoo the pandemonium lord
473090 | Zig:20   | Noticed Zarapp the pandemonium lord
473091 | Zig:20   | Noticed Hiluoqonuo the pandemonium lord
473092 | Zig:20   | Noticed Vunkoxt the pandemonium lord
473092 | Zig:20   | Noticed Axtuoguh the pandemonium lord
473093 | Zig:20   | Noticed Fuigemy the pandemonium lord
473093 | Zig:20   | Noticed Sifall the pandemonium lord
473096 | Zig:20   | Noticed Vopo the pandemonium lord
473097 | Zig:20   | Noticed Inesh the pandemonium lord
473097 | Zig:20   | Killed Lafoeg the pandemonium lord
473097 | Zig:20   | Killed Cedd the pandemonium lord
473097 | Zig:20   | Killed Hiloag the pandemonium lord
473098 | Zig:20   | Noticed Ugurorch the pandemonium lord
473098 | Zig:20   | Noticed Heurchao the pandemonium lord
473099 | Zig:20   | Killed Nexidy the pandemonium lord
473099 | Zig:20   | Killed Fuigemy the pandemonium lord
473099 | Zig:20   | Killed Raingosm the pandemonium lord
473099 | Zig:20   | Killed Axtuoguh the pandemonium lord
473099 | Zig:20   | Killed Sifall the pandemonium lord
473099 | Zig:20   | Killed Hiluoqonuo the pandemonium lord
473099 | Zig:20   | Killed Boyg the pandemonium lord
473099 | Zig:20   | Killed Ahu Paef the pandemonium lord
473099 | Zig:20   | Killed Wiewer the pandemonium lord
473100 | Zig:20   | Noticed Ajatudde the pandemonium lord
473100 | Zig:20   | Noticed Wiroxiug the pandemonium lord
473100 | Zig:20   | Noticed Tinnax the pandemonium lord
473101 | Zig:20   | Noticed Ammuf the pandemonium lord
473101 | Zig:20   | Noticed Gaist the pandemonium lord
473101 | Zig:20   | Killed Wiroxiug the pandemonium lord
473101 | Zig:20   | Killed Viroc the pandemonium lord
473102 | Zig:20   | Noticed Xischenec the pandemonium lord
473102 | Zig:20   | Noticed Muhoaq the pandemonium lord
473102 | Zig:20   | Noticed Afimaunte the pandemonium lord
473103 | Zig:20   | Noticed Lihiemunn the pandemonium lord
473103 | Zig:20   | Noticed Ippiloha the pandemonium lord
473104 | Zig:20   | Noticed Fayse the pandemonium lord
473104 | Zig:20   | Killed Giurad the pandemonium lord
473104 | Zig:20   | Killed Ykkoo the pandemonium lord
473105 | Zig:20   | Noticed Vowkypni the pandemonium lord
473105 | Zig:20   | Noticed Ceasuava the pandemonium lord
473105 | Zig:20   | Noticed Talolem the pandemonium lord
473105 | Zig:20   | Noticed Opigroiny the pandemonium lord
473105 | Zig:20   | Killed Ammuf the pandemonium lord
473105 | Zig:20   | Killed Tosm the pandemonium lord
473105 | Zig:20   | Killed Muninn the pandemonium lord
473105 | Zig:20   | Killed Inesh the pandemonium lord
473105 | Zig:20   | Killed Tomenwob the pandemonium lord
473105 | Zig:20   | Killed Heurchao the pandemonium lord
473105 | Zig:20   | Killed Meghebe the pandemonium lord
473105 | Zig:20   | Killed Leocasez the pandemonium lord
473105 | Zig:20   | Killed Xikuett the pandemonium lord
473106 | Zig:20   | Noticed Acamiup the pandemonium lord
473106 | Zig:20   | Killed Ajatudde the pandemonium lord
473106 | Zig:20   | Killed Gaist the pandemonium lord
473106 | Zig:20   | Killed Vowkypni the pandemonium lord
473106 | Zig:20   | Killed Ugurorch the pandemonium lord
473106 | Zig:20   | Killed Saicru the pandemonium lord
473106 | Zig:20   | Killed Guntoic the pandemonium lord
473106 | Zig:20   | Killed Tipsuheps the pandemonium lord
473106 | Zig:20   | Killed Vunkoxt the pandemonium lord
473107 | Zig:20   | Noticed Ihaciaw the pandemonium lord
473107 | Zig:20   | Noticed Jyhad the pandemonium lord
473107 | Zig:20   | Noticed Dolapnurgh the pandemonium lord
473107 | Zig:20   | Killed Jyablaing the pandemonium lord
473107 | Zig:20   | Killed Soikh the pandemonium lord
473107 | Zig:20   | Killed Talolem the pandemonium lord
473108 | Zig:20   | Noticed Leudgh the pandemonium lord
473108 | Zig:20   | Noticed Acoyta the pandemonium lord
473108 | Zig:20   | Killed Xischenec the pandemonium lord
473108 | Zig:20   | Killed Muhoaq the pandemonium lord
473108 | Zig:20   | Killed Weutahec the pandemonium lord
473108 | Zig:20   | Killed Vopo the pandemonium lord
473108 | Zig:20   | Killed Ihaciaw the pandemonium lord
473108 | Zig:20   | Killed Tismumoo the pandemonium lord
473109 | Zig:20   | Noticed Ukuesumu the pandemonium lord
473109 | Zig:20   | Noticed Ogal the pandemonium lord
473109 | Zig:20   | Killed Opigroiny the pandemonium lord
473109 | Zig:20   | Killed Tinnax the pandemonium lord
473109 | Zig:20   | Killed Jyhad the pandemonium lord
473109 | Zig:20   | Killed Daf Cidaus the pandemonium lord
473109 | Zig:20   | Killed Yqalausm the pandemonium lord
473109 | Zig:20   | Killed Acoyta the pandemonium lord
473109 | Zig:20   | Killed Fayse the pandemonium lord
473109 | Zig:20   | Killed Dolapnurgh the pandemonium lord
473110 | Zig:20   | Noticed Zavixkish the pandemonium lord
473110 | Zig:20   | Noticed Icirof the pandemonium lord
473110 | Zig:20   | Noticed Xeommifi the pandemonium lord
473111 | Zig:20   | Noticed Kiutehiwk the pandemonium lord
473111 | Zig:20   | Noticed Xazamuesa the pandemonium lord
473112 | Zig:20   | Noticed Ifir the pandemonium lord
473113 | Zig:20   | Killed Ceasuava the pandemonium lord
473115 | Zig:20   | Killed Kiutehiwk the pandemonium lord
473116 | Zig:20   | Noticed Iwnag the pandemonium lord
473116 | Zig:20   | Noticed Hocreeki the pandemonium lord
473116 | Zig:20   | Killed Jidailit the pandemonium lord
473116 | Zig:20   | Killed Zarapp the pandemonium lord
473118 | Zig:20   | Noticed Daox the pandemonium lord
473119 | Zig:20   | Noticed Diguphio the pandemonium lord
473119 | Zig:20   | Noticed Saloedgha the pandemonium lord
473119 | Zig:20   | Killed Leudgh the pandemonium lord
473121 | Zig:20   | Noticed Kukutud the pandemonium lord
473121 | Zig:20   | Killed Acamiup the pandemonium lord
473122 | Zig:20   | Noticed Pomn the pandemonium lord
473122 | Zig:20   | Killed Petom the pandemonium lord
473122 | Zig:20   | Killed Ippiloha the pandemonium lord
473122 | Zig:20   | Killed Zuyki the pandemonium lord
473123 | Zig:20   | Noticed Bos Bat the pandemonium lord
473123 | Zig:20   | Noticed Juseif the pandemonium lord
473124 | Zig:20   | Noticed Imonukhla the pandemonium lord
473124 | Zig:20   | Noticed Kasaot the pandemonium lord
473126 | Zig:20   | Killed Saloedgha the pandemonium lord
473126 | Zig:20   | Killed Kukutud the pandemonium lord
473126 | Zig:20   | Killed Ogal the pandemonium lord
473126 | Zig:20   | Killed Xeommifi the pandemonium lord
473126 | Zig:20   | Killed Ifir the pandemonium lord
473126 | Zig:20   | Killed Hocreeki the pandemonium lord
473126 | Zig:20   | Killed Zavixkish the pandemonium lord
473126 | Zig:20   | Killed Lihiemunn the pandemonium lord
473126 | Zig:20   | Killed Daox the pandemonium lord
473127 | Zig:20   | Noticed Ruishrage the pandemonium lord
473127 | Zig:20   | Noticed Xeph the pandemonium lord
473127 | Zig:20   | Killed Xazamuesa the pandemonium lord
473127 | Zig:20   | Killed Iwnag the pandemonium lord
473128 | Zig:20   | Noticed Uttykuh the pandemonium lord
473128 | Zig:20   | Noticed Affo the pandemonium lord
473128 | Zig:20   | Killed Xeph the pandemonium lord
473128 | Zig:20   | Killed Juseif the pandemonium lord
473128 | Zig:20   | Killed Icirof the pandemonium lord
473128 | Zig:20   | Killed Bos Bat the pandemonium lord
473128 | Zig:20   | Killed Diguphio the pandemonium lord
473130 | Zig:20   | Noticed Sisisay the pandemonium lord
473130 | Zig:20   | Noticed Jasol the pandemonium lord
473131 | Zig:20   | Noticed Labulot the pandemonium lord
473131 | Zig:20   | Noticed Atze the pandemonium lord
473132 | Zig:20   | Noticed Guiwo the pandemonium lord
473132 | Zig:20   | Killed Orhawol the pandemonium lord
473132 | Zig:20   | Killed Jasol the pandemonium lord
473132 | Zig:20   | Killed Pomn the pandemonium lord
473134 | Zig:20   | Noticed Ibokkofa the pandemonium lord
473134 | Zig:20   | Noticed Plog the pandemonium lord
473135 | Zig:20   | Killed Atze the pandemonium lord
473136 | Zig:20   | Killed Imonukhla the pandemonium lord
473136 | Zig:20   | Killed Labulot the pandemonium lord
473137 | Zig:20   | Noticed Vyobed the pandemonium lord
473137 | Zig:20   | Noticed Mole the pandemonium lord
473137 | Zig:20   | Noticed Opoyt the pandemonium lord
473137 | Zig:20   | Killed Ruishrage the pandemonium lord
473138 | Zig:20   | Noticed Kypnefac the pandemonium lord
473140 | Zig:20   | Noticed Zamp the pandemonium lord
473141 | Zig:20   | Noticed Sokla the pandemonium lord
473143 | Zig:20   | Killed Ibokkofa the pandemonium lord
473144 | Zig:20   | Noticed Taysous the pandemonium lord
473144 | Zig:20   | Noticed Uzikaorik the pandemonium lord
473145 | Zig:20   | Noticed Weonena the pandemonium lord
473145 | Zig:20   | Noticed Edaof the pandemonium lord
473145 | Zig:20   | Killed Uttykuh the pandemonium lord
473145 | Zig:20   | Killed Plog the pandemonium lord
473146 | Zig:20   | Noticed Cotzase the pandemonium lord
473147 | Zig:20   | Noticed Ajavacw the pandemonium lord
473147 | Zig:20   | Killed Guiwo the pandemonium lord
473147 | Zig:20   | Killed Zamp the pandemonium lord
473147 | Zig:20   | Killed Cotzase the pandemonium lord
473149 | Zig:20   | Noticed Fainu the pandemonium lord
473149 | Zig:20   | Noticed Fiutig the pandemonium lord
473149 | Zig:20   | Noticed Genlodyff the pandemonium lord
473150 | Zig:20   | Noticed Zouc the pandemonium lord
473150 | Zig:20   | Killed Ukuesumu the pandemonium lord
473151 | Zig:20   | Noticed Henolit the pandemonium lord
473152 | Zig:20   | Noticed Osamuriz the pandemonium lord
473152 | Zig:20   | Noticed Asoneh the pandemonium lord
473152 | Zig:20   | Killed Sokla the pandemonium lord
473153 | Zig:20   | Noticed Duho the pandemonium lord
473153 | Zig:20   | Killed Affo the pandemonium lord
473154 | Zig:20   | Noticed Zaegirph the pandemonium lord
473155 | Zig:20   | Killed Weonena the pandemonium lord
473155 | Zig:20   | Killed Taysous the pandemonium lord
473155 | Zig:20   | Killed Sisisay the pandemonium lord
473156 | Zig:20   | Noticed Ykitz the pandemonium lord
473156 | Zig:20   | Noticed Yfisamue the pandemonium lord
473156 | Zig:20   | Killed Opoyt the pandemonium lord
473156 | Zig:20   | Killed Ajavacw the pandemonium lord
473157 | Zig:20   | Killed Henolit the pandemonium lord
473158 | Zig:20   | Noticed Silab the pandemonium lord
473158 | Zig:20   | Noticed Plog the pandemonium lord
473158 | Zig:20   | Noticed Kumerghipo the pandemonium lord
473158 | Zig:20   | Killed Kypnefac the pandemonium lord
473158 | Zig:20   | Killed Asoneh the pandemonium lord
473158 | Zig:20   | Killed Uzikaorik the pandemonium lord
473158 | Zig:20   | Killed Edaof the pandemonium lord
473158 | Zig:20   | Killed Duho the pandemonium lord
473158 | Zig:20   | Killed Fainu the pandemonium lord
473158 | Zig:20   | Killed Zaegirph the pandemonium lord
473159 | Zig:20   | Noticed Ura Joi the pandemonium lord
473160 | Zig:20   | Noticed Damita the pandemonium lord
473161 | Zig:20   | Noticed Bumules the pandemonium lord
473163 | Zig:20   | Killed Yfisamue the pandemonium lord
473163 | Zig:20   | Killed Plog the pandemonium lord
473163 | Zig:20   | Killed Genlodyff the pandemonium lord
473166 | Zig:20   | Noticed Jehupas the pandemonium lord
473167 | Zig:20   | Noticed Cupedib the pandemonium lord
473167 | Zig:20   | Killed Mole the pandemonium lord
473167 | Zig:20   | Killed Damita the pandemonium lord
473168 | Zig:20   | Killed Ykitz the pandemonium lord
473168 | Zig:20   | Killed Osamuriz the pandemonium lord
473169 | Zig:20   | Noticed Silegrof the pandemonium lord
473169 | Zig:20   | Killed Diezxe the pandemonium lord
473170 | Zig:20   | Killed Ura Joi the pandemonium lord
473171 | Zig:20   | Noticed Xorias the pandemonium lord
473172 | Zig:20   | Noticed Umom the pandemonium lord
473172 | Zig:20   | Killed Silegrof the pandemonium lord
473172 | Zig:20   | Killed Cupedib the pandemonium lord
473174 | Zig:20   | Noticed Vieptete the pandemonium lord
473176 | Zig:20   | Noticed Vesascho the pandemonium lord
473178 | Zig:20   | Noticed Jeinne the pandemonium lord
473178 | Zig:20   | Noticed Yjiribleo the pandemonium lord
473179 | Zig:20   | Killed Kumerghipo the pandemonium lord
473180 | Zig:20   | Noticed Usagu the pandemonium lord
473180 | Zig:20   | Noticed Poug the pandemonium lord
473181 | Zig:20   | Noticed Purghur the pandemonium lord
473181 | Zig:20   | Noticed Aloqicw the pandemonium lord
473182 | Zig:20   | Killed Umom the pandemonium lord
473182 | Zig:20   | Killed Jeinne the pandemonium lord
473183 | Zig:20   | Killed Xorias the pandemonium lord
473183 | Zig:20   | Killed Kasaot the pandemonium lord
473183 | Zig:20   | Killed Bumules the pandemonium lord
473183 | Zig:20   | Killed Silab the pandemonium lord
473183 | Zig:20   | Killed Zouc the pandemonium lord
473184 | Zig:20   | Noticed Zirenk the pandemonium lord
473184 | Zig:20   | Noticed Ytseot the pandemonium lord
473186 | Zig:20   | Killed Purghur the pandemonium lord
473186 | Zig:20   | Killed Esuonoshal the pandemonium lord
473187 | Zig:20   | Noticed Foafu the pandemonium lord
473187 | Zig:20   | Killed Ytseot the pandemonium lord
473187 | Zig:20   | Killed Jehupas the pandemonium lord
473187 | Zig:20   | Killed Aloqicw the pandemonium lord
473187 | Zig:20   | Killed Fiutig the pandemonium lord
473187 | Zig:20   | Killed Vesascho the pandemonium lord
473188 | Zig:20   | Killed Yjiribleo the pandemonium lord
473189 | Zig:20   | Noticed Tishriy the pandemonium lord
473190 | Zig:20   | Noticed Qoinyuly the pandemonium lord
473190 | Zig:20   | Noticed Qisu the pandemonium lord
473190 | Zig:20   | Noticed Pyexi the pandemonium lord
473190 | Zig:20   | Noticed Meoprom the pandemonium lord
473191 | Zig:20   | Noticed Lukeacam the pandemonium lord
473192 | Zig:20   | Killed Zirenk the pandemonium lord
473192 | Zig:20   | Killed Foafu the pandemonium lord
473192 | Zig:20   | Killed Usagu the pandemonium lord
473192 | Zig:20   | Killed Pyexi the pandemonium lord
473193 | Zig:20   | Noticed Pomakhla the pandemonium lord
473193 | Zig:20   | Noticed Osaihec the pandemonium lord
473194 | Zig:20   | Noticed Segy the pandemonium lord
473194 | Zig:20   | Killed Poug the pandemonium lord
473194 | Zig:20   | Killed Pomakhla the pandemonium lord
473195 | Zig:20   | Noticed Tuleycku the pandemonium lord
473195 | Zig:20   | Noticed Uram the pandemonium lord
473196 | Zig:20   | Noticed Deviusseyb the pandemonium lord
473196 | Zig:20   | Killed Vieptete the pandemonium lord
473197 | Zig:20   | Killed Vyobed the pandemonium lord
473198 | Zig:20   | Noticed Lirutapn the pandemonium lord
473199 | Zig:20   | Noticed Geniem the pandemonium lord
473199 | Zig:20   | Killed Tishriy the pandemonium lord
473200 | Zig:20   | Noticed Xickie Goiph the pandemonium lord
473201 | Zig:20   | Noticed Ocieker the pandemonium lord
473201 | Zig:20   | Noticed Nott the pandemonium lord
473201 | Zig:20   | Killed Osaihec the pandemonium lord
473202 | Zig:20   | Noticed Paaq the pandemonium lord
473202 | Zig:20   | Noticed Kugryurr the pandemonium lord
473202 | Zig:20   | Noticed Numm the pandemonium lord
473202 | Zig:20   | Killed Tuleycku the pandemonium lord
473202 | Zig:20   | Killed Meoprom the pandemonium lord
473202 | Zig:20   | Killed Lukeacam the pandemonium lord
473202 | Zig:20   | Killed Qisu the pandemonium lord
473202 | Zig:20   | Killed Lirutapn the pandemonium lord
473203 | Zig:20   | Killed Qoinyuly the pandemonium lord
473204 | Zig:20   | Killed Deviusseyb the pandemonium lord
473204 | Zig:20   | Killed Segy the pandemonium lord
473204 | Zig:20   | Killed Geniem the pandemonium lord
473204 | Zig:20   | Killed Ixugoj the pandemonium lord
473204 | Zig:20   | Killed Nott the pandemonium lord
473208 | Zig:20   | Noticed Burio the pandemonium lord
473208 | Zig:20   | Killed Ocieker the pandemonium lord
473208 | Zig:20   | Killed Afimaunte the pandemonium lord
473208 | Zig:20   | Killed Beghita the pandemonium lord
473208 | Zig:20   | Killed Paaq the pandemonium lord
473209 | Zig:20   | Noticed Gakh the pandemonium lord
473210 | Zig:20   | Noticed Fysmaec the pandemonium lord
473210 | Zig:20   | Noticed Cytitum the pandemonium lord
473211 | Zig:20   | Noticed Pueneor the pandemonium lord
473212 | Zig:20   | Noticed Meweq the pandemonium lord
473212 | Zig:20   | Killed Cytitum the pandemonium lord
473213 | Zig:20   | Noticed Quprunk the pandemonium lord
473213 | Zig:20   | Killed Gakh the pandemonium lord
473213 | Zig:20   | Killed Uram the pandemonium lord
473214 | Zig:20   | Noticed Egeoj the pandemonium lord
473214 | Zig:20   | Noticed Liaggec the pandemonium lord
473214 | Zig:20   | Killed Fysmaec the pandemonium lord
473214 | Zig:20   | Killed Kugryurr the pandemonium lord
473215 | Zig:20   | Noticed Futyohae the pandemonium lord
473216 | Zig:20   | Killed Xickie Goiph the pandemonium lord
473218 | Zig:20   | Noticed Miarisch the pandemonium lord
473218 | Zig:20   | Killed Futyohae the pandemonium lord
473221 | Zig:20   | Noticed Paexaymm the pandemonium lord
473222 | Zig:20   | Noticed Lul Voma the pandemonium lord
473222 | Zig:20   | Noticed Tegratull the pandemonium lord
473223 | Zig:20   | Killed Pueneor the pandemonium lord
473223 | Zig:20   | Killed Egeoj the pandemonium lord
473223 | Zig:20   | Killed Liaggec the pandemonium lord
473224 | Zig:20   | Noticed Ockemar the pandemonium lord
473224 | Zig:20   | Killed Lul Voma the pandemonium lord
473224 | Zig:20   | Killed Numm the pandemonium lord
473226 | Zig:20   | Killed Ockemar the pandemonium lord
473227 | Zig:20   | Killed Paexaymm the pandemonium lord
473228 | Zig:20   | Noticed Miurch the pandemonium lord
473228 | Zig:20   | Killed Meweq the pandemonium lord
473228 | Zig:20   | Killed Miarisch the pandemonium lord
473228 | Zig:20   | Killed Tegratull the pandemonium lord
473230 | Zig:20   | Noticed Weorchucko the pandemonium lord
473230 | Zig:20   | Killed Burio the pandemonium lord
473230 | Zig:20   | Killed Quprunk the pandemonium lord
473232 | Zig:20   | Killed Miurch the pandemonium lord
473232 | Zig:20   | Killed Weorchucko the pandemonium lord
473238 | Zig:20   | Noticed Sebreshio the pandemonium lord
473240 | Zig:20   | Killed Sebreshio the pandemonium lord
473241 | Zig:20   | Noticed Boenk the pandemonium lord
473247 | Zig:20   | Killed Boenk the pandemonium lord
473248 | Zig:20   | Noticed Miareamu the pandemonium lord
473250 | Zig:20   | Killed Miareamu the pandemonium lord
473348 | Zig:20   | Identified the +2 pair of boots of Hor Onia {rPois rC- rN+ MP+9} (You found it on level 20 of a ziggurat)
473377 | Zig:20   | Got a warped ivory ring
473379 | Zig:20   | Identified the ring of Kougob {+Blink rElec MR- Int+6 Stlth+} (You found it on level 20 of a ziggurat)
473404 | Zig:20   | Identified the Reference Book on Attacks
473408 | Zig:20   | Got a crude platinum ring
473409 | Zig:20   | Identified the ring of Uryipa {rF++ MR- Str+5 Int+5} (You found it on level 20 of a ziggurat)
473621 | Zig:20   | Identified the Collected Works on Dark Magic and Flight
473631 | Zig:21   | Entered Level 21 of a ziggurat
473714 | Zig:21   | Got a shimmering ivory ring
473716 | Zig:21   | Identified the ring of Activism {rPois rC+ Str+4 Dex+6} (You found it on level 21 of a ziggurat)
473755 | Zig:21   | Got a shimmering pewter amulet
473756 | Zig:21   | Identified the amulet of Gyfud {+Rage rC+ MR+} (You found it on level 21 of a ziggurat)
473777 | Zig:21   | Got a transparent marble ring
473779 | Zig:21   | Identified the ring "Famodgherch" {rF- rC+ Str+4 Slay+3} (You found it on level 21 of a ziggurat)
473967 | Zig:21   | Identified the cursed +2 fustibalus of Causality {venom, -Tele rC+++ rN+++ Stlth-} (You found it on level 21 of a ziggurat)
474003 | Zig:22   | Entered Level 22 of a ziggurat
474003 | Zig:22   | Noticed a greater mummy
474003 | Zig:22   | Noticed a greater mummy
474003 | Zig:22   | Noticed a greater mummy
474003 | Zig:22   | Noticed a greater mummy
474003 | Zig:22   | Noticed a greater mummy
474003 | Zig:22   | Noticed a greater mummy
474003 | Zig:22   | Noticed a greater mummy
474003 | Zig:22   | Noticed a greater mummy
474003 | Zig:22   | Noticed a greater mummy
474003 | Zig:22   | Noticed a greater mummy
474004 | Zig:22   | Noticed a greater mummy
474005 | Zig:22   | Noticed a greater mummy
474005 | Zig:22   | Noticed a greater mummy
474007 | Zig:22   | Noticed a greater mummy
474007 | Zig:22   | Noticed a greater mummy
474007 | Zig:22   | Killed a greater mummy
474007 | Zig:22   | Killed a greater mummy
474007 | Zig:22   | Killed a greater mummy
474007 | Zig:22   | Killed a greater mummy
474007 | Zig:22   | Killed a greater mummy
474007 | Zig:22   | Killed a greater mummy
474007 | Zig:22   | Killed a greater mummy
474007 | Zig:22   | Killed a greater mummy
474009 | Zig:22   | Noticed a greater mummy
474009 | Zig:22   | Noticed a greater mummy
474010 | Zig:22   | Noticed a greater mummy
474010 | Zig:22   | Noticed a greater mummy
474010 | Zig:22   | Noticed a greater mummy
474010 | Zig:22   | Killed a greater mummy
474010 | Zig:22   | Killed a greater mummy
474010 | Zig:22   | Killed a greater mummy
474010 | Zig:22   | Killed a greater mummy
474011 | Zig:22   | Noticed a greater mummy
474011 | Zig:22   | Noticed a greater mummy
474011 | Zig:22   | Noticed a greater mummy
474011 | Zig:22   | Noticed a greater mummy
474011 | Zig:22   | Noticed a greater mummy
474011 | Zig:22   | Noticed a greater mummy
474011 | Zig:22   | Killed a greater mummy
474011 | Zig:22   | Killed a greater mummy
474011 | Zig:22   | Killed a greater mummy
474012 | Zig:22   | Noticed a greater mummy
474012 | Zig:22   | Noticed a greater mummy
474012 | Zig:22   | Noticed a greater mummy
474013 | Zig:22   | Killed a greater mummy
474014 | Zig:22   | Noticed a greater mummy
474014 | Zig:22   | Noticed a greater mummy
474014 | Zig:22   | Noticed a greater mummy
474015 | Zig:22   | Killed a greater mummy
474015 | Zig:22   | Killed a greater mummy
474015 | Zig:22   | Killed a greater mummy
474015 | Zig:22   | Killed a greater mummy
474015 | Zig:22   | Killed a greater mummy
474015 | Zig:22   | Killed a greater mummy
474015 | Zig:22   | Killed a greater mummy
474015 | Zig:22   | Killed a greater mummy
474016 | Zig:22   | Noticed a greater mummy
474016 | Zig:22   | Noticed a greater mummy
474016 | Zig:22   | Killed a greater mummy
474016 | Zig:22   | Killed a greater mummy
474016 | Zig:22   | Killed a greater mummy
474016 | Zig:22   | Killed a greater mummy
474016 | Zig:22   | Killed a greater mummy
474017 | Zig:22   | Noticed a greater mummy
474017 | Zig:22   | Noticed a greater mummy
474018 | Zig:22   | Noticed a greater mummy
474018 | Zig:22   | Killed a greater mummy
474019 | Zig:22   | Noticed a greater mummy
474019 | Zig:22   | Killed a greater mummy
474019 | Zig:22   | Killed a greater mummy
474020 | Zig:22   | Noticed a greater mummy
474020 | Zig:22   | Noticed a greater mummy
474020 | Zig:22   | Noticed a greater mummy
474020 | Zig:22   | Noticed a greater mummy
474020 | Zig:22   | Noticed a greater mummy
474020 | Zig:22   | Noticed a greater mummy
474020 | Zig:22   | Noticed a greater mummy
474020 | Zig:22   | Noticed a greater mummy
474020 | Zig:22   | Killed a greater mummy
474021 | Zig:22   | Noticed a greater mummy
474021 | Zig:22   | Noticed a greater mummy
474021 | Zig:22   | Noticed a greater mummy
474021 | Zig:22   | Killed a greater mummy
474021 | Zig:22   | Killed a greater mummy
474021 | Zig:22   | Killed a greater mummy
474022 | Zig:22   | Noticed a greater mummy
474022 | Zig:22   | Noticed a greater mummy
474022 | Zig:22   | Noticed a greater mummy
474022 | Zig:22   | Noticed a greater mummy
474022 | Zig:22   | Noticed a greater mummy
474022 | Zig:22   | Noticed a greater mummy
474022 | Zig:22   | Noticed a greater mummy
474022 | Zig:22   | Noticed a greater mummy
474022 | Zig:22   | Killed a greater mummy
474022 | Zig:22   | Killed a greater mummy
474023 | Zig:22   | Noticed a greater mummy
474023 | Zig:22   | Noticed a greater mummy
474023 | Zig:22   | Noticed a greater mummy
474023 | Zig:22   | Noticed a greater mummy
474023 | Zig:22   | Killed a greater mummy
474023 | Zig:22   | Killed a greater mummy
474023 | Zig:22   | Killed a greater mummy
474023 | Zig:22   | Killed a greater mummy
474023 | Zig:22   | Killed a greater mummy
474023 | Zig:22   | Killed a greater mummy
474023 | Zig:22   | Killed a greater mummy
474023 | Zig:22   | Killed a greater mummy
474023 | Zig:22   | Killed a greater mummy
474023 | Zig:22   | Killed a greater mummy
474023 | Zig:22   | Killed a greater mummy
474024 | Zig:22   | Noticed a greater mummy
474024 | Zig:22   | Noticed a greater mummy
474024 | Zig:22   | Noticed a greater mummy
474024 | Zig:22   | Noticed a greater mummy
474024 | Zig:22   | Noticed a greater mummy
474025 | Zig:22   | Noticed a greater mummy
474025 | Zig:22   | Noticed a greater mummy
474025 | Zig:22   | Noticed a greater mummy
474026 | Zig:22   | Killed a greater mummy
474026 | Zig:22   | Killed a greater mummy
474026 | Zig:22   | Killed a greater mummy
474026 | Zig:22   | Killed a greater mummy
474027 | Zig:22   | Noticed a greater mummy
474027 | Zig:22   | Killed a greater mummy
474027 | Zig:22   | Killed a greater mummy
474027 | Zig:22   | Killed a greater mummy
474027 | Zig:22   | Killed a greater mummy
474027 | Zig:22   | Killed a greater mummy
474027 | Zig:22   | Killed a greater mummy
474028 | Zig:22   | Noticed a greater mummy
474028 | Zig:22   | Noticed a greater mummy
474028 | Zig:22   | Noticed a greater mummy
474028 | Zig:22   | Noticed a greater mummy
474028 | Zig:22   | Noticed a greater mummy
474028 | Zig:22   | Noticed a greater mummy
474028 | Zig:22   | Noticed a greater mummy
474028 | Zig:22   | Killed a greater mummy
474028 | Zig:22   | Killed a greater mummy
474028 | Zig:22   | Killed a greater mummy
474029 | Zig:22   | Noticed a greater mummy
474029 | Zig:22   | Noticed a greater mummy
474029 | Zig:22   | Noticed a greater mummy
474029 | Zig:22   | Noticed a greater mummy
474029 | Zig:22   | Killed a greater mummy
474029 | Zig:22   | Killed a greater mummy
474029 | Zig:22   | Killed a greater mummy
474029 | Zig:22   | Killed a greater mummy
474029 | Zig:22   | Killed a greater mummy
474029 | Zig:22   | Killed a greater mummy
474029 | Zig:22   | Killed a greater mummy
474029 | Zig:22   | Killed a greater mummy
474029 | Zig:22   | Killed a greater mummy
474029 | Zig:22   | Killed a greater mummy
474029 | Zig:22   | Killed a greater mummy
474030 | Zig:22   | Noticed a greater mummy
474030 | Zig:22   | Noticed a greater mummy
474031 | Zig:22   | Killed a greater mummy
474032 | Zig:22   | Noticed a greater mummy
474032 | Zig:22   | Noticed a greater mummy
474032 | Zig:22   | Killed a greater mummy
474032 | Zig:22   | Killed a greater mummy
474032 | Zig:22   | Killed a greater mummy
474033 | Zig:22   | Noticed a greater mummy
474033 | Zig:22   | Killed a greater mummy
474033 | Zig:22   | Killed a greater mummy
474033 | Zig:22   | Killed a greater mummy
474033 | Zig:22   | Killed a greater mummy
474034 | Zig:22   | Noticed a greater mummy
474034 | Zig:22   | Noticed a greater mummy
474034 | Zig:22   | Noticed a greater mummy
474034 | Zig:22   | Noticed a greater mummy
474034 | Zig:22   | Killed a greater mummy
474035 | Zig:22   | Noticed a greater mummy
474035 | Zig:22   | Noticed a greater mummy
474035 | Zig:22   | Noticed a greater mummy
474035 | Zig:22   | Noticed a greater mummy
474035 | Zig:22   | Noticed a greater mummy
474036 | Zig:22   | Killed a greater mummy
474036 | Zig:22   | Killed a greater mummy
474036 | Zig:22   | Killed a greater mummy
474036 | Zig:22   | Killed a greater mummy
474036 | Zig:22   | Killed a greater mummy
474037 | Zig:22   | Noticed a greater mummy
474037 | Zig:22   | Noticed a greater mummy
474037 | Zig:22   | Noticed a greater mummy
474037 | Zig:22   | Noticed a greater mummy
474037 | Zig:22   | Noticed a greater mummy
474037 | Zig:22   | Noticed a greater mummy
474038 | Zig:22   | Noticed a greater mummy
474038 | Zig:22   | Noticed a greater mummy
474038 | Zig:22   | Noticed a greater mummy
474038 | Zig:22   | Noticed a greater mummy
474038 | Zig:22   | Killed a greater mummy
474038 | Zig:22   | Killed a greater mummy
474038 | Zig:22   | Killed a greater mummy
474038 | Zig:22   | Killed a greater mummy
474039 | Zig:22   | Noticed a greater mummy
474039 | Zig:22   | Noticed a greater mummy
474039 | Zig:22   | Noticed a greater mummy
474039 | Zig:22   | Killed a greater mummy
474039 | Zig:22   | Killed a greater mummy
474039 | Zig:22   | Killed a greater mummy
474039 | Zig:22   | Killed a greater mummy
474040 | Zig:22   | Noticed a greater mummy
474040 | Zig:22   | Noticed a greater mummy
474040 | Zig:22   | Noticed a greater mummy
474040 | Zig:22   | Noticed a greater mummy
474040 | Zig:22   | Killed a greater mummy
474040 | Zig:22   | Killed a greater mummy
474040 | Zig:22   | Killed a greater mummy
474040 | Zig:22   | Killed a greater mummy
474040 | Zig:22   | Killed a greater mummy
474040 | Zig:22   | Killed a greater mummy
474040 | Zig:22   | Killed a greater mummy
474040 | Zig:22   | Killed a greater mummy
474040 | Zig:22   | Killed a greater mummy
474041 | Zig:22   | Noticed a greater mummy
474041 | Zig:22   | Noticed a greater mummy
474042 | Zig:22   | Noticed a greater mummy
474042 | Zig:22   | Noticed a greater mummy
474042 | Zig:22   | Killed a greater mummy
474042 | Zig:22   | Killed a greater mummy
474042 | Zig:22   | Killed a greater mummy
474042 | Zig:22   | Killed a greater mummy
474042 | Zig:22   | Killed a greater mummy
474042 | Zig:22   | Killed a greater mummy
474042 | Zig:22   | Killed a greater mummy
474043 | Zig:22   | Noticed a greater mummy
474043 | Zig:22   | Noticed a greater mummy
474043 | Zig:22   | Killed a greater mummy
474044 | Zig:22   | Noticed a greater mummy
474044 | Zig:22   | Noticed a greater mummy
474044 | Zig:22   | Noticed a greater mummy
474044 | Zig:22   | Noticed a greater mummy
474045 | Zig:22   | Noticed a greater mummy
474045 | Zig:22   | Noticed a greater mummy
474045 | Zig:22   | Noticed a greater mummy
474045 | Zig:22   | Noticed a greater mummy
474045 | Zig:22   | Noticed a greater mummy
474045 | Zig:22   | Killed a greater mummy
474046 | Zig:22   | Killed a greater mummy
474046 | Zig:22   | Killed a greater mummy
474046 | Zig:22   | Killed a greater mummy
474046 | Zig:22   | Killed a greater mummy
474046 | Zig:22   | Killed a greater mummy
474047 | Zig:22   | Noticed a greater mummy
474047 | Zig:22   | Noticed a greater mummy
474047 | Zig:22   | Noticed a greater mummy
474048 | Zig:22   | Noticed a greater mummy
474048 | Zig:22   | Noticed a greater mummy
474048 | Zig:22   | Killed a greater mummy
474048 | Zig:22   | Killed a greater mummy
474048 | Zig:22   | Killed a greater mummy
474048 | Zig:22   | Killed a greater mummy
474049 | Zig:22   | Noticed a greater mummy
474049 | Zig:22   | Killed a greater mummy
474049 | Zig:22   | Killed a greater mummy
474049 | Zig:22   | Killed a greater mummy
474050 | Zig:22   | Noticed a greater mummy
474050 | Zig:22   | Killed a greater mummy
474050 | Zig:22   | Killed a greater mummy
474050 | Zig:22   | Killed a greater mummy
474051 | Zig:22   | Killed a greater mummy
474051 | Zig:22   | Killed a greater mummy
474051 | Zig:22   | Killed a greater mummy
474051 | Zig:22   | Killed a greater mummy
474052 | Zig:22   | Noticed a greater mummy
474052 | Zig:22   | Noticed a greater mummy
474054 | Zig:22   | Noticed a greater mummy
474056 | Zig:22   | Killed a greater mummy
474056 | Zig:22   | Killed a greater mummy
474056 | Zig:22   | Killed a greater mummy
474057 | Zig:22   | Killed a greater mummy
474058 | Zig:22   | Killed a greater mummy
474093 | Zig:22   | Got an ancient amber ring
474095 | Zig:22   | Identified the ring "Obbi" {*Corrode rElec rPois MR+ Dex+3} (You found it on level 22 of a ziggurat)
474103 | Zig:22   | Got a brightly glowing glass ring
474104 | Zig:22   | Identified the ring of Guemnyrin {+Blink rF+ Slay+3} (You found it on level 22 of a ziggurat)
474121 | Zig:22   | Got a vibrating bronze ring
474122 | Zig:22   | Identified the ring "Molas" {rCorr *Slow rPois rN+ MP+9} (You found it on level 22 of a ziggurat)
474226 | Zig:23   | Entered Level 23 of a ziggurat
474314 | Zig:23   | Identified the cursed +0 helmet "Saveaby" {Str+4} (You found it on level 23 of a ziggurat)
474315 | Zig:23   | Identified the Guide on Companions and Hexes
474319 | Zig:23   | Identified An Introduction to Hermeneutics
474345 | Zig:23   | Got a scintillating turquoise ring
474347 | Zig:23   | Identified the ring "Hofuq" {*Slow +Blink rElec rPois MR+} (You found it on level 23 of a ziggurat)
474637 | Zig:23   | Got a brightly glowing bone ring
474638 | Zig:23   | Identified the ring of Vuulall {MR+ Int+2} (You found it on level 23 of a ziggurat)
474644 | Zig:23   | Got a heavily runed copper ring
474645 | Zig:23   | Identified the ring "Foluesoph" {Ice *Contam Dex+5} (You found it on level 23 of a ziggurat)
474881 | Zig:24   | Entered Level 24 of a ziggurat
474952 | Zig:25   | Entered Level 25 of a ziggurat
475032 | Zig:25   | Got warped quicksilver dragon scales
475032 | Zig:25   | Got a smoking bronze amulet
475032 | Zig:25   | Got a coiled wooden ring
475034 | Zig:26   | Entered Level 26 of a ziggurat
475231 | Zig:26   | Identified the +3 cloak of the Cicada {*Contam rElec SInv} (You found it on level 26 of a ziggurat)
475232 | Zig:26   | Identified the quicksilver dragon scales of Jasowiro {rPois MR+ Int+4 Dex-4} (You found it on level 25 of a ziggurat)
475233 | Zig:26   | Identified the amulet "Caqybem" {rF+ rN+ Regen+ Str+4 Int+4} (You found it on level 25 of a ziggurat)
475235 | Zig:26   | Identified the ring of the Countless Realms {rN+ MR+ MP+9} (You found it on level 25 of a ziggurat)
475250 | Zig:26   | Got a glittering zirconium amulet
475251 | Zig:26   | Identified the amulet of Ibaploin {Gourm rF+ Dex+4} (You found it on level 26 of a ziggurat)
475380 | Zig:27   | Entered Level 27 of a ziggurat
475466 | Zig:27   | Got a heavily runed crystal amulet
475467 | Zig:27   | Identified the amulet of Trog's Whim {+Rage rElec rPois} (You found it on level 27 of a ziggurat)
475919 | Zig:27   | Identified the +6 broad axe of the Wheel {drain, *Corrode rN+ Str+3} (You found it on level 27 of a ziggurat)
475963 | Depths:2 | Identified the +2 storm dragon scales of the Stars {rElec Dex+6} (You acquired it on level 2 of the Depths)
475964 | Depths:2 | Identified the +4 pair of gloves of Leink {rN+} (You acquired it on level 2 of the Depths)
475965 | Depths:2 | Identified the +2 large shield "Jona" {*Slow MP+9 Str-5 Stlth+} (You acquired it on level 2 of the Depths)
475966 | Depths:2 | Identified the +0 pair of boots of the Eternal Fruit {Regen+ rCorr Dex+3} (You acquired it on level 2 of the Depths)
476045 | Zig:1    | Entered Level 1 of a ziggurat
476105 | Zig:2    | Entered Level 2 of a ziggurat
476105 | Zig:2    | Noticed a greater mummy
476105 | Zig:2    | Noticed a greater mummy
476105 | Zig:2    | Noticed a greater mummy
476105 | Zig:2    | Noticed a greater mummy
476106 | Zig:2    | Noticed a greater mummy
476107 | Zig:2    | Noticed a greater mummy
476107 | Zig:2    | Noticed a greater mummy
476108 | Zig:2    | Killed a greater mummy
476108 | Zig:2    | Killed a greater mummy
476108 | Zig:2    | Killed a greater mummy
476108 | Zig:2    | Killed a greater mummy
476110 | Zig:2    | Killed a greater mummy
476110 | Zig:2    | Killed a greater mummy
476110 | Zig:2    | Killed a greater mummy
476112 | Zig:2    | Noticed a greater mummy
476117 | Zig:2    | Killed a greater mummy
476148 | Zig:3    | Entered Level 3 of a ziggurat
476164 | Zig:3    | Got a slimy bone ring
476166 | Zig:3    | Identified the ring "Gakk" {+Fly Int+3} (You found it on level 3 of a ziggurat)
476181 | Zig:4    | Entered Level 4 of a ziggurat
476197 | Zig:4    | Noticed Isihoeg the pandemonium lord
476199 | Zig:4    | Killed Isihoeg the pandemonium lord
476265 | Zig:5    | Entered Level 5 of a ziggurat
476338 | Zig:5    | Identified the Catalogue of Supportive Shape Shifting
476346 | Zig:6    | Entered Level 6 of a ziggurat
476352 | Zig:6    | Noticed Purior the pandemonium lord
476357 | Zig:6    | Killed Purior the pandemonium lord
476436 | Zig:7    | Entered Level 7 of a ziggurat
476436 | Zig:7    | Noticed an orb of fire
476436 | Zig:7    | Noticed an orb of fire
476436 | Zig:7    | Noticed an orb of fire
476436 | Zig:7    | Noticed an orb of fire
476436 | Zig:7    | Noticed an orb of fire
476436 | Zig:7    | Noticed an orb of fire
476436 | Zig:7    | Noticed an orb of fire
476436 | Zig:7    | Noticed an orb of fire
476436 | Zig:7    | Noticed an orb of fire
476436 | Zig:7    | Noticed an orb of fire
476436 | Zig:7    | Noticed an orb of fire
476436 | Zig:7    | Noticed an orb of fire
476436 | Zig:7    | Noticed an orb of fire
476436 | Zig:7    | Noticed an orb of fire
476438 | Zig:7    | Noticed an orb of fire
476438 | Zig:7    | Noticed an orb of fire
476438 | Zig:7    | Noticed an orb of fire
476438 | Zig:7    | Noticed an orb of fire
476440 | Zig:7    | Noticed an orb of fire
476440 | Zig:7    | Noticed an orb of fire
476440 | Zig:7    | Noticed an orb of fire
476441 | Zig:7    | Noticed an orb of fire
476441 | Zig:7    | Noticed an orb of fire
476441 | Zig:7    | Noticed an orb of fire
476442 | Zig:7    | Noticed an orb of fire
476442 | Zig:7    | Noticed an orb of fire
476443 | Zig:7    | Killed an orb of fire
476443 | Zig:7    | Killed an orb of fire
476444 | Zig:7    | Noticed an orb of fire
476444 | Zig:7    | Killed an orb of fire
476444 | Zig:7    | Killed an orb of fire
476444 | Zig:7    | Killed an orb of fire
476444 | Zig:7    | Killed an orb of fire
476444 | Zig:7    | Killed an orb of fire
476445 | Zig:7    | Noticed an orb of fire
476445 | Zig:7    | Noticed an orb of fire
476445 | Zig:7    | Killed an orb of fire
476445 | Zig:7    | Killed an orb of fire
476445 | Zig:7    | Killed an orb of fire
476445 | Zig:7    | Killed an orb of fire
476446 | Zig:7    | Killed an orb of fire
476446 | Zig:7    | Killed an orb of fire
476446 | Zig:7    | Killed an orb of fire
476446 | Zig:7    | Killed an orb of fire
476446 | Zig:7    | Killed an orb of fire
476447 | Zig:7    | Noticed an orb of fire
476447 | Zig:7    | Noticed an orb of fire
476447 | Zig:7    | Killed an orb of fire
476447 | Zig:7    | Killed an orb of fire
476447 | Zig:7    | Killed an orb of fire
476447 | Zig:7    | Killed an orb of fire
476447 | Zig:7    | Killed an orb of fire
476447 | Zig:7    | Killed an orb of fire
476447 | Zig:7    | Killed an orb of fire
476448 | Zig:7    | Noticed an orb of fire
476448 | Zig:7    | Noticed an orb of fire
476448 | Zig:7    | Killed an orb of fire
476448 | Zig:7    | Killed an orb of fire
476449 | Zig:7    | Noticed an orb of fire
476450 | Zig:7    | Noticed an orb of fire
476450 | Zig:7    | Killed an orb of fire
476451 | Zig:7    | Noticed an orb of fire
476451 | Zig:7    | Noticed an orb of fire
476452 | Zig:7    | Killed an orb of fire
476453 | Zig:7    | Killed an orb of fire
476453 | Zig:7    | Killed an orb of fire
476453 | Zig:7    | Killed an orb of fire
476453 | Zig:7    | Killed an orb of fire
476454 | Zig:7    | Noticed an orb of fire
476455 | Zig:7    | Noticed an orb of fire
476455 | Zig:7    | Killed an orb of fire
476455 | Zig:7    | Killed an orb of fire
476455 | Zig:7    | Killed an orb of fire
476457 | Zig:7    | Noticed an orb of fire
476457 | Zig:7    | Killed an orb of fire
476457 | Zig:7    | Killed an orb of fire
476457 | Zig:7    | Killed an orb of fire
476460 | Zig:7    | Killed an orb of fire
476461 | Zig:7    | Killed an orb of fire
476466 | Zig:7    | Killed an orb of fire
476557 | Zig:8    | Entered Level 8 of a ziggurat
476557 | Zig:8    | Noticed an ancient lich
476557 | Zig:8    | Noticed an ancient lich
476557 | Zig:8    | Noticed an ancient lich
476557 | Zig:8    | Noticed an ancient lich
476557 | Zig:8    | Noticed an ancient lich
476557 | Zig:8    | Noticed an ancient lich
476557 | Zig:8    | Noticed an ancient lich
476557 | Zig:8    | Noticed an ancient lich
476557 | Zig:8    | Noticed an ancient lich
476557 | Zig:8    | Noticed an ancient lich
476557 | Zig:8    | Noticed an ancient lich
476558 | Zig:8    | Killed an ancient lich
476558 | Zig:8    | Killed an ancient lich
476558 | Zig:8    | Killed an ancient lich
476558 | Zig:8    | Killed an ancient lich
476558 | Zig:8    | Killed an ancient lich
476558 | Zig:8    | Killed an ancient lich
476559 | Zig:8    | Noticed an ancient lich
476559 | Zig:8    | Killed an ancient lich
476559 | Zig:8    | Killed an ancient lich
476559 | Zig:8    | Killed an ancient lich
476559 | Zig:8    | Noticed an ancient lich
476560 | Zig:8    | Noticed an ancient lich
476560 | Zig:8    | Noticed an ancient lich
476560 | Zig:8    | Noticed an ancient lich
476561 | Zig:8    | Killed an ancient lich
476561 | Zig:8    | Killed an ancient lich
476561 | Zig:8    | Killed an ancient lich
476562 | Zig:8    | Noticed an ancient lich
476562 | Zig:8    | Noticed an ancient lich
476562 | Zig:8    | Noticed an ancient lich
476562 | Zig:8    | Noticed an ancient lich
476563 | Zig:8    | Noticed an ancient lich
476564 | Zig:8    | Noticed an ancient lich
476564 | Zig:8    | Noticed an ancient lich
476564 | Zig:8    | Noticed an ancient lich
476564 | Zig:8    | Noticed an ancient lich
476564 | Zig:8    | Noticed an ancient lich
476564 | Zig:8    | Noticed an ancient lich
476564 | Zig:8    | Killed an ancient lich
476565 | Zig:8    | Noticed an ancient lich
476565 | Zig:8    | Noticed an ancient lich
476565 | Zig:8    | Noticed an ancient lich
476565 | Zig:8    | Noticed an ancient lich
476565 | Zig:8    | Noticed an ancient lich
476565 | Zig:8    | Killed an ancient lich
476565 | Zig:8    | Killed an ancient lich
476565 | Zig:8    | Killed an ancient lich
476565 | Zig:8    | Killed an ancient lich
476565 | Zig:8    | Killed an ancient lich
476566 | Zig:8    | Noticed an ancient lich
476566 | Zig:8    | Noticed an ancient lich
476566 | Zig:8    | Noticed an ancient lich
476566 | Zig:8    | Noticed an ancient lich
476567 | Zig:8    | Noticed an ancient lich
476567 | Zig:8    | Noticed an ancient lich
476567 | Zig:8    | Noticed an ancient lich
476568 | Zig:8    | Noticed an ancient lich
476568 | Zig:8    | Noticed an ancient lich
476568 | Zig:8    | Noticed an ancient lich
476569 | Zig:8    | Noticed an ancient lich
476569 | Zig:8    | Killed an ancient lich
476569 | Zig:8    | Killed an ancient lich
476569 | Zig:8    | Killed an ancient lich
476569 | Zig:8    | Killed an ancient lich
476569 | Zig:8    | Killed an ancient lich
476569 | Zig:8    | Killed an ancient lich
476569 | Zig:8    | Killed an ancient lich
476569 | Zig:8    | Killed an ancient lich
476569 | Zig:8    | Killed an ancient lich
476569 | Zig:8    | Killed an ancient lich
476570 | Zig:8    | Noticed an ancient lich
476570 | Zig:8    | Killed an ancient lich
476570 | Zig:8    | Killed an ancient lich
476570 | Zig:8    | Killed an ancient lich
476570 | Zig:8    | Killed an ancient lich
476571 | Zig:8    | Noticed an ancient lich
476571 | Zig:8    | Noticed an ancient lich
476571 | Zig:8    | Killed an ancient lich
476571 | Zig:8    | Killed an ancient lich
476571 | Zig:8    | Killed an ancient lich
476571 | Zig:8    | Killed an ancient lich
476571 | Zig:8    | Killed an ancient lich
476571 | Zig:8    | Killed an ancient lich
476571 | Zig:8    | Killed an ancient lich
476571 | Zig:8    | Killed an ancient lich
476571 | Zig:8    | Killed an ancient lich
476571 | Zig:8    | Killed an ancient lich
476571 | Zig:8    | Killed an ancient lich
476572 | Zig:8    | Killed an ancient lich
476573 | Zig:8    | Killed an ancient lich
476573 | Zig:8    | Noticed an ancient lich
476574 | Zig:8    | Noticed an ancient lich
476576 | Zig:8    | Killed an ancient lich
476577 | Zig:8    | Killed an ancient lich
476577 | Zig:8    | Killed an ancient lich
476585 | Zig:8    | Identified the cursed +0 pair of boots of Orthodoxy {rF+ Dex+4 Stlth+} (You found it on level 8 of a ziggurat)
476600 | Zig:8    | Got a twitching diamond amulet
476601 | Zig:8    | Identified the amulet of Free Expression {Reflect +Blink rC+ Str+2 Dex-3 SH+2} (You found it on level 8 of a ziggurat)
476607 | Zig:8    | Got a flickering platinum ring
476609 | Zig:8    | Identified the ring "Nethuq" {+Fly rF+++ rC- MR- MP+9} (You found it on level 8 of a ziggurat)
476671 | Zig:9    | Entered Level 9 of a ziggurat
476671 | Zig:9    | Noticed Iphukkall the pandemonium lord
476671 | Zig:9    | Noticed Jidduoho the pandemonium lord
476671 | Zig:9    | Noticed Dulead the pandemonium lord
476671 | Zig:9    | Noticed Jaennest the pandemonium lord
476671 | Zig:9    | Noticed Hozol the pandemonium lord
476671 | Zig:9    | Noticed Opuhih the pandemonium lord
476671 | Zig:9    | Noticed Jyniash the pandemonium lord
476671 | Zig:9    | Noticed Xosked the pandemonium lord
476671 | Zig:9    | Noticed Qoopolor the pandemonium lord
476671 | Zig:9    | Noticed Hieba the pandemonium lord
476671 | Zig:9    | Noticed Erivvaw the pandemonium lord
476671 | Zig:9    | Noticed Icahof the pandemonium lord
476671 | Zig:9    | Noticed Kuutuzya the pandemonium lord
476671 | Zig:9    | Noticed Hefac the pandemonium lord
476671 | Zig:9    | Noticed Saihaomn the pandemonium lord
476671 | Zig:9    | Noticed Ipoxipre the pandemonium lord
476671 | Zig:9    | Noticed Wipnoh the pandemonium lord
476671 | Zig:9    | Noticed Amaf the pandemonium lord
476671 | Zig:9    | Noticed Gegavasa the pandemonium lord
476671 | Zig:9    | Noticed Apusehu the pandemonium lord
476671 | Zig:9    | Noticed Wupni the pandemonium lord
476671 | Zig:9    | Noticed Zuoxt the pandemonium lord
476671 | Zig:9    | Noticed Hemur the pandemonium lord
476671 | Zig:9    | Noticed Qograw the pandemonium lord
476671 | Zig:9    | Noticed Cuney the pandemonium lord
476671 | Zig:9    | Noticed Haos the pandemonium lord
476671 | Zig:9    | Noticed Kokoleiz the pandemonium lord
476673 | Zig:9    | Noticed Giomen the pandemonium lord
476673 | Zig:9    | Noticed Qinaurr the pandemonium lord
476673 | Zig:9    | Killed Gegavasa the pandemonium lord
476674 | Zig:9    | Noticed Ytebb the pandemonium lord
476674 | Zig:9    | Noticed Soryonwa the pandemonium lord
476674 | Zig:9    | Killed Duweoz the pandemonium lord
476674 | Zig:9    | Killed Amaf the pandemonium lord
476674 | Zig:9    | Killed Jidduoho the pandemonium lord
476674 | Zig:9    | Killed Ipoxipre the pandemonium lord
476674 | Zig:9    | Killed Jaennest the pandemonium lord
476674 | Zig:9    | Killed Opuhih the pandemonium lord
476675 | Zig:9    | Noticed Ysalats the pandemonium lord
476675 | Zig:9    | Noticed Wohas the pandemonium lord
476675 | Zig:9    | Killed Erivvaw the pandemonium lord
476675 | Zig:9    | Killed Icahof the pandemonium lord
476675 | Zig:9    | Killed Hieba the pandemonium lord
476675 | Zig:9    | Killed Hefac the pandemonium lord
476675 | Zig:9    | Killed Iphukkall the pandemonium lord
476675 | Zig:9    | Killed Wohas the pandemonium lord
476676 | Zig:9    | Noticed Voqem the pandemonium lord
476676 | Zig:9    | Noticed Fyetaith the pandemonium lord
476676 | Zig:9    | Killed Zuoxt the pandemonium lord
476676 | Zig:9    | Killed Cuney the pandemonium lord
476676 | Zig:9    | Killed Hozol the pandemonium lord
476677 | Zig:9    | Noticed Vuutati the pandemonium lord
476677 | Zig:9    | Noticed Wadwe the pandemonium lord
476677 | Zig:9    | Killed Wipnoh the pandemonium lord
476677 | Zig:9    | Killed Soryonwa the pandemonium lord
476678 | Zig:9    | Killed Qograw the pandemonium lord
476679 | Zig:9    | Noticed Jesotrio the pandemonium lord
476679 | Zig:9    | Noticed Sasixurr the pandemonium lord
476679 | Zig:9    | Noticed Fiowaudd the pandemonium lord
476680 | Zig:9    | Noticed Migiblo the pandemonium lord
476681 | Zig:9    | Noticed Kiogez the pandemonium lord
476681 | Zig:9    | Killed Xosked the pandemonium lord
476681 | Zig:9    | Killed Kuutuzya the pandemonium lord
476681 | Zig:9    | Killed Saihaomn the pandemonium lord
476681 | Zig:9    | Killed Hemur the pandemonium lord
476682 | Zig:9    | Killed Haos the pandemonium lord
476683 | Zig:9    | Noticed Bovosa the pandemonium lord
476683 | Zig:9    | Noticed Juaze the pandemonium lord
476684 | Zig:9    | Noticed Hoerauli the pandemonium lord
476685 | Zig:9    | Noticed Etelo the pandemonium lord
476687 | Zig:9    | Noticed Lumurgh the pandemonium lord
476688 | Zig:9    | Killed Fiowaudd the pandemonium lord
476688 | Zig:9    | Killed Wupni the pandemonium lord
476688 | Zig:9    | Killed Apusehu the pandemonium lord
476689 | Zig:9    | Killed Fyetaith the pandemonium lord
476690 | Zig:9    | Killed Jesotrio the pandemonium lord
476690 | Zig:9    | Killed Giomen the pandemonium lord
476690 | Zig:9    | Killed Vuutati the pandemonium lord
476690 | Zig:9    | Killed Dulead the pandemonium lord
476690 | Zig:9    | Killed Qinaurr the pandemonium lord
476690 | Zig:9    | Killed Qoopolor the pandemonium lord
476690 | Zig:9    | Killed Ysalats the pandemonium lord
476690 | Zig:9    | Killed Jyniash the pandemonium lord
476690 | Zig:9    | Killed Hoerauli the pandemonium lord
476691 | Zig:9    | Noticed Noaguwny the pandemonium lord
476691 | Zig:9    | Noticed Kemaonem the pandemonium lord
476692 | Zig:9    | Noticed Qeblaoc the pandemonium lord
476692 | Zig:9    | Killed Voqem the pandemonium lord
476695 | Zig:9    | Killed Migiblo the pandemonium lord
476696 | Zig:9    | Noticed Asousuw the pandemonium lord
476696 | Zig:9    | Killed Sasixurr the pandemonium lord
476696 | Zig:9    | Killed Noaguwny the pandemonium lord
476697 | Zig:9    | Noticed Peodudgh the pandemonium lord
476697 | Zig:9    | Noticed Gibluar the pandemonium lord
476697 | Zig:9    | Noticed Zutwutos the pandemonium lord
476699 | Zig:9    | Noticed Jikkogyed the pandemonium lord
476699 | Zig:9    | Noticed Sulirgh the pandemonium lord
476699 | Zig:9    | Killed Peodudgh the pandemonium lord
476699 | Zig:9    | Killed Kokoleiz the pandemonium lord
476699 | Zig:9    | Killed Qeblaoc the pandemonium lord
476699 | Zig:9    | Killed Wadwe the pandemonium lord
476701 | Zig:9    | Noticed Zugyhirph the pandemonium lord
476701 | Zig:9    | Killed Lumurgh the pandemonium lord
476702 | Zig:9    | Noticed Ishrof the pandemonium lord
476702 | Zig:9    | Noticed Cegerr the pandemonium lord
476702 | Zig:9    | Noticed Lulanot the pandemonium lord
476702 | Zig:9    | Killed Asousuw the pandemonium lord
476702 | Zig:9    | Killed Kemaonem the pandemonium lord
476702 | Zig:9    | Killed Jikkogyed the pandemonium lord
476703 | Zig:9    | Noticed Gaycunt the pandemonium lord
476703 | Zig:9    | Noticed Daecay the pandemonium lord
476703 | Zig:9    | Killed Ishrof the pandemonium lord
476703 | Zig:9    | Killed Zutwutos the pandemonium lord
476703 | Zig:9    | Killed Zugyhirph the pandemonium lord
476703 | Zig:9    | Killed Etelo the pandemonium lord
476704 | Zig:9    | Noticed Guoqapu the pandemonium lord
476705 | Zig:9    | Killed Gibluar the pandemonium lord
476706 | Zig:9    | Noticed Xukijap the pandemonium lord
476706 | Zig:9    | Killed Kiogez the pandemonium lord
476706 | Zig:9    | Killed Guoqapu the pandemonium lord
476706 | Zig:9    | Killed Juaze the pandemonium lord
476708 | Zig:9    | Noticed Duegih the pandemonium lord
476708 | Zig:9    | Noticed Rafolastoi the pandemonium lord
476708 | Zig:9    | Killed Ytebb the pandemonium lord
476709 | Zig:9    | Noticed Icwyestinga the pandemonium lord
476709 | Zig:9    | Noticed Pedouf the pandemonium lord
476709 | Zig:9    | Noticed Xatausk the pandemonium lord
476710 | Zig:9    | Noticed Jegihum the pandemonium lord
476710 | Zig:9    | Killed Xukijap the pandemonium lord
476710 | Zig:9    | Killed Lulanot the pandemonium lord
476710 | Zig:9    | Killed Sulirgh the pandemonium lord
476710 | Zig:9    | Killed Gaycunt the pandemonium lord
476711 | Zig:9    | Noticed Toasarr the pandemonium lord
476712 | Zig:9    | Noticed Ceemar the pandemonium lord
476712 | Zig:9    | Noticed Memyoddo the pandemonium lord
476712 | Zig:9    | Killed Daecay the pandemonium lord
476714 | Zig:9    | Noticed Guleyt the pandemonium lord
476715 | Zig:9    | Noticed Ulener the pandemonium lord
476715 | Zig:9    | Killed Guleyt the pandemonium lord
476715 | Zig:9    | Killed Toasarr the pandemonium lord
476716 | Zig:9    | Noticed Cymod the pandemonium lord
476717 | Zig:9    | Noticed Tij Biva the pandemonium lord
476718 | Zig:9    | Noticed Qithuku Xutt the pandemonium lord
476720 | Zig:9    | Noticed Weijae Side the pandemonium lord
476720 | Zig:9    | Killed Duegih the pandemonium lord
476720 | Zig:9    | Killed Xatausk the pandemonium lord
476721 | Zig:9    | Killed Rafolastoi the pandemonium lord
476722 | Zig:9    | Noticed Rugeff the pandemonium lord
476722 | Zig:9    | Killed Pedouf the pandemonium lord
476722 | Zig:9    | Killed Memyoddo the pandemonium lord
476722 | Zig:9    | Killed Sasenad the pandemonium lord
476724 | Zig:9    | Killed Rugeff the pandemonium lord
476724 | Zig:9    | Killed Tij Biva the pandemonium lord
476724 | Zig:9    | Killed Icwyestinga the pandemonium lord
476724 | Zig:9    | Killed Zinama the pandemonium lord
476724 | Zig:9    | Killed Cegerr the pandemonium lord
476724 | Zig:9    | Killed Qithuku Xutt the pandemonium lord
476724 | Zig:9    | Killed Ceemar the pandemonium lord
476724 | Zig:9    | Killed Conan the pandemonium lord
476725 | Zig:9    | Killed Cymod the pandemonium lord
476726 | Zig:9    | Noticed Byojam the pandemonium lord
476726 | Zig:9    | Noticed Idodgh the pandemonium lord
476727 | Zig:9    | Noticed Mehir the pandemonium lord
476727 | Zig:9    | Killed Bovosa the pandemonium lord
476728 | Zig:9    | Noticed Ruekoe the pandemonium lord
476728 | Zig:9    | Killed Ulener the pandemonium lord
476729 | Zig:9    | Noticed Uqocetz the pandemonium lord
476729 | Zig:9    | Killed Byojam the pandemonium lord
476729 | Zig:9    | Killed Weijae Side the pandemonium lord
476729 | Zig:9    | Killed Mehir the pandemonium lord
476730 | Zig:9    | Killed Idodgh the pandemonium lord
476730 | Zig:9    | Killed Ruekoe the pandemonium lord
476730 | Zig:9    | Killed Jegihum the pandemonium lord
476734 | Zig:9    | Noticed Mif Qe Tae the pandemonium lord
476734 | Zig:9    | Noticed Zuynitapt the pandemonium lord
476737 | Zig:9    | Noticed Mauguck the pandemonium lord
476737 | Zig:9    | Killed Ozeax the pandemonium lord
476737 | Zig:9    | Killed Zuynitapt the pandemonium lord
476739 | Zig:9    | Noticed Zilyfoph the pandemonium lord
476741 | Zig:9    | Killed Mif Qe Tae the pandemonium lord
476741 | Zig:9    | Killed Uqocetz the pandemonium lord
476743 | Zig:9    | Killed Zilyfoph the pandemonium lord
476743 | Zig:9    | Killed Mauguck the pandemonium lord
476748 | Zig:9    | Noticed Lovva the pandemonium lord
476751 | Zig:9    | Killed Lovva the pandemonium lord
476788 | Zig:9    | Got a pitted glass ring
476790 | Zig:9    | Identified the ring "Izocruta" {Ice rN+ Slay+2 Stlth+} (You found it on level 9 of a ziggurat)
476951 | Zig:10   | Entered Level 10 of a ziggurat
476974 | Zig:10   | Noticed Taysog the pandemonium lord
476988 | Zig:10   | Killed Taysog the pandemonium lord
477096 | Zig:11   | Entered Level 11 of a ziggurat
477096 | Zig:11   | Noticed an ancient lich
477096 | Zig:11   | Noticed an ancient lich
477096 | Zig:11   | Noticed an ancient lich
477096 | Zig:11   | Noticed an ancient lich
477096 | Zig:11   | Noticed an ancient lich
477096 | Zig:11   | Noticed an ancient lich
477096 | Zig:11   | Noticed an ancient lich
477096 | Zig:11   | Noticed an ancient lich
477096 | Zig:11   | Noticed an ancient lich
477096 | Zig:11   | Noticed an ancient lich
477096 | Zig:11   | Noticed an ancient lich
477097 | Zig:11   | Killed an ancient lich
477097 | Zig:11   | Killed an ancient lich
477097 | Zig:11   | Killed an ancient lich
477098 | Zig:11   | Noticed an ancient lich
477098 | Zig:11   | Killed an ancient lich
477098 | Zig:11   | Killed an ancient lich
477098 | Zig:11   | Killed an ancient lich
477098 | Zig:11   | Killed an ancient lich
477098 | Zig:11   | Killed an ancient lich
477098 | Zig:11   | Killed an ancient lich
477098 | Zig:11   | Killed an ancient lich
477098 | Zig:11   | Killed an ancient lich
477099 | Zig:11   | Noticed an ancient lich
477099 | Zig:11   | Killed an ancient lich
477100 | Zig:11   | Noticed an ancient lich
477100 | Zig:11   | Noticed an ancient lich
477100 | Zig:11   | Noticed an ancient lich
477101 | Zig:11   | Killed an ancient lich
477101 | Zig:11   | Killed an ancient lich
477102 | Zig:11   | Killed an ancient lich
477102 | Zig:11   | Killed an ancient lich
477103 | Zig:11   | Noticed an ancient lich
477104 | Zig:11   | Killed an ancient lich
477105 | Zig:11   | Noticed an ancient lich
477105 | Zig:11   | Noticed an ancient lich
477107 | Zig:11   | Killed an ancient lich
477108 | Zig:11   | Killed an ancient lich
477109 | Zig:11   | Noticed an ancient lich
477109 | Zig:11   | Noticed an ancient lich
477110 | Zig:11   | Noticed an ancient lich
477110 | Zig:11   | Killed an ancient lich
477110 | Zig:11   | Killed an ancient lich
477111 | Zig:11   | Noticed an ancient lich
477112 | Zig:11   | Killed an ancient lich
477113 | Zig:11   | Noticed an ancient lich
477113 | Zig:11   | Killed an ancient lich
477113 | Zig:11   | Killed an ancient lich
477114 | Zig:11   | Noticed an ancient lich
477115 | Zig:11   | Killed an ancient lich
477116 | Zig:11   | Noticed an ancient lich
477116 | Zig:11   | Killed an ancient lich
477117 | Zig:11   | Noticed an ancient lich
477117 | Zig:11   | Noticed an ancient lich
477119 | Zig:11   | Noticed an ancient lich
477119 | Zig:11   | Noticed an ancient lich
477121 | Zig:11   | Killed an ancient lich
477121 | Zig:11   | Killed an ancient lich
477122 | Zig:11   | Noticed an ancient lich
477122 | Zig:11   | Noticed an ancient lich
477123 | Zig:11   | Killed an ancient lich
477123 | Zig:11   | Killed an ancient lich
477123 | Zig:11   | Killed an ancient lich
477123 | Zig:11   | Killed an ancient lich
477124 | Zig:11   | Noticed an ancient lich
477125 | Zig:11   | Noticed an ancient lich
477126 | Zig:11   | Noticed an ancient lich
477127 | Zig:11   | Noticed an ancient lich
477127 | Zig:11   | Noticed an ancient lich
477127 | Zig:11   | Killed an ancient lich
477129 | Zig:11   | Killed an ancient lich
477129 | Zig:11   | Killed an ancient lich
477129 | Zig:11   | Killed an ancient lich
477129 | Zig:11   | Killed an ancient lich
477130 | Zig:11   | Noticed an ancient lich
477132 | Zig:11   | Killed an ancient lich
477134 | Zig:11   | Noticed an ancient lich
477135 | Zig:11   | Noticed an ancient lich
477137 | Zig:11   | Noticed an ancient lich
477137 | Zig:11   | Killed an ancient lich
477137 | Zig:11   | Killed an ancient lich
477137 | Zig:11   | Killed an ancient lich
477139 | Zig:11   | Noticed an ancient lich
477139 | Zig:11   | Noticed an ancient lich
477139 | Zig:11   | Killed an ancient lich
477140 | Zig:11   | Killed an ancient lich
477147 | Zig:11   | Noticed an ancient lich
477148 | Zig:11   | Killed an ancient lich
477150 | Zig:11   | Noticed an ancient lich
477151 | Zig:11   | Noticed an ancient lich
477153 | Zig:11   | Killed an ancient lich
477153 | Zig:11   | Killed an ancient lich
477253 | Zig:11   | Got a flickering marble ring
477255 | Zig:11   | Identified the ring "Eheunk" {Dex+2 Slay+3} (You found it on level 11 of a ziggurat)
477278 | Zig:11   | Got a scorched iron ring
477279 | Zig:11   | Identified the cursed ring "Bacs" {MR+ Str-4 Int-2 SInv} (You found it on level 11 of a ziggurat)
477313 | Zig:12   | Entered Level 12 of a ziggurat
477417 | Zig:12   | Got a serpentine silver ring
477419 | Zig:12   | Identified the ring "Uzipu" {Wiz Int+5} (You found it on level 12 of a ziggurat)
477528 | Zig:13   | Entered Level 13 of a ziggurat
477558 | Zig:13   | Paralysed by accursed screaming for 1 turns
477612 | Zig:13   | Noticed Pison the pandemonium lord
477623 | Zig:13   | Killed Pison the pandemonium lord
477651 | Zig:13   | Got a bound jade amulet
477652 | Zig:13   | Identified the amulet of Insomnia {Gourm Int+2} (You found it on level 13 of a ziggurat)
477658 | Zig:13   | Got a clouded lead amulet
477659 | Zig:13   | Identified the amulet of the Priest {+Fly rC+ Regen+} (You found it on level 13 of a ziggurat)
477795 | Zig:14   | Entered Level 14 of a ziggurat
477886 | Zig:14   | Got a vibrating glass ring
477888 | Zig:14   | Identified the ring "Osmi" {rF+ rC+ MR+ Stlth+} (You found it on level 14 of a ziggurat)
478118 | Zig:14   | Identified the +0 cloak "Mebures" {rN+ Str+3 Stlth+} (You found it on level 14 of a ziggurat)
478148 | Zig:15   | Entered Level 15 of a ziggurat
478215 | Zig:15   | Got a sparkling tin amulet
478216 | Zig:15   | Identified the amulet of Juunt {RegenMP +Fly rF+ Dex-4 Stlth+} (You found it on level 15 of a ziggurat)
478381 | Zig:15   | Got a coiled amber ring
478383 | Zig:15   | Identified the ring "Enym" {rN++ MP+9 Stlth-} (You found it on level 15 of a ziggurat)
478394 | Zig:15   | Got a fine sapphire amulet
478395 | Zig:15   | Identified the amulet "Rek Vint" {Gourm rF++ Int+4} (You found it on level 15 of a ziggurat)
478404 | Zig:15   | Identified the Collected Works on Scorching Arcane Weapons
478476 | Zig:16   | Entered Level 16 of a ziggurat
478596 | Zig:16   | Got a fine jade ring
478598 | Zig:16   | Identified the ring of Yloisyra {+Inv rElec rF+ Int+6 Dex-5} (You found it on level 16 of a ziggurat)
478826 | Zig:17   | Entered Level 17 of a ziggurat
478862 | Zig:17   | Identified the Grimoire of Congealing Displacement
478878 | Zig:17   | Got a transparent marble ring
478880 | Zig:17   | Identified the ring of Deutz {rCorr rElec Int+2} (You found it on level 17 of a ziggurat)
478998 | Zig:18   | Entered Level 18 of a ziggurat
478998 | Zig:18   | Noticed a juggernaut
478998 | Zig:18   | Noticed a juggernaut
478998 | Zig:18   | Noticed a juggernaut
478998 | Zig:18   | Noticed a juggernaut
478998 | Zig:18   | Noticed a juggernaut
478998 | Zig:18   | Noticed a juggernaut
478998 | Zig:18   | Noticed a juggernaut
478998 | Zig:18   | Noticed a juggernaut
478998 | Zig:18   | Noticed a juggernaut
478998 | Zig:18   | Noticed a juggernaut
478998 | Zig:18   | Noticed a juggernaut
478998 | Zig:18   | Noticed a juggernaut
478998 | Zig:18   | Noticed a juggernaut
479000 | Zig:18   | Noticed a juggernaut
479002 | Zig:18   | Noticed a juggernaut
479007 | Zig:18   | Killed a juggernaut
479008 | Zig:18   | Killed a juggernaut
479008 | Zig:18   | Killed a juggernaut
479008 | Zig:18   | Killed a juggernaut
479008 | Zig:18   | Killed a juggernaut
479008 | Zig:18   | Killed a juggernaut
479008 | Zig:18   | Killed a juggernaut
479008 | Zig:18   | Killed a juggernaut
479008 | Zig:18   | Killed a juggernaut
479008 | Zig:18   | Killed a juggernaut
479008 | Zig:18   | Killed a juggernaut
479008 | Zig:18   | Killed a juggernaut
479008 | Zig:18   | Killed a juggernaut
479008 | Zig:18   | Killed a juggernaut
479008 | Zig:18   | Killed a juggernaut
479009 | Zig:18   | Noticed a juggernaut
479009 | Zig:18   | Noticed a juggernaut
479009 | Zig:18   | Noticed a juggernaut
479009 | Zig:18   | Noticed a juggernaut
479009 | Zig:18   | Noticed a juggernaut
479010 | Zig:18   | Noticed a juggernaut
479010 | Zig:18   | Noticed a juggernaut
479010 | Zig:18   | Noticed a juggernaut
479010 | Zig:18   | Noticed a juggernaut
479010 | Zig:18   | Noticed a juggernaut
479011 | Zig:18   | Noticed a juggernaut
479011 | Zig:18   | Noticed a juggernaut
479014 | Zig:18   | Killed a juggernaut
479014 | Zig:18   | Killed a juggernaut
479014 | Zig:18   | Killed a juggernaut
479014 | Zig:18   | Killed a juggernaut
479014 | Zig:18   | Killed a juggernaut
479014 | Zig:18   | Killed a juggernaut
479014 | Zig:18   | Killed a juggernaut
479014 | Zig:18   | Killed a juggernaut
479014 | Zig:18   | Killed a juggernaut
479014 | Zig:18   | Killed a juggernaut
479014 | Zig:18   | Killed a juggernaut
479015 | Zig:18   | Noticed a juggernaut
479017 | Zig:18   | Killed a juggernaut
479018 | Zig:18   | Noticed a juggernaut
479018 | Zig:18   | Noticed a juggernaut
479019 | Zig:18   | Noticed a juggernaut
479019 | Zig:18   | Noticed a juggernaut
479021 | Zig:18   | Noticed a juggernaut
479021 | Zig:18   | Noticed a juggernaut
479024 | Zig:18   | Killed a juggernaut
479024 | Zig:18   | Noticed a juggernaut
479025 | Zig:18   | Killed a juggernaut
479025 | Zig:18   | Killed a juggernaut
479025 | Zig:18   | Killed a juggernaut
479025 | Zig:18   | Killed a juggernaut
479025 | Zig:18   | Killed a juggernaut
479025 | Zig:18   | Killed a juggernaut
479026 | Zig:18   | Noticed a juggernaut
479031 | Zig:18   | Noticed a juggernaut
479031 | Zig:18   | Noticed a juggernaut
479032 | Zig:18   | Noticed a juggernaut
479032 | Zig:18   | Killed a juggernaut
479034 | Zig:18   | Noticed a juggernaut
479034 | Zig:18   | Noticed a juggernaut
479035 | Zig:18   | Noticed a juggernaut
479038 | Zig:18   | Noticed a juggernaut
479039 | Zig:18   | Noticed a juggernaut
479040 | Zig:18   | Noticed a juggernaut
479040 | Zig:18   | Noticed a juggernaut
479040 | Zig:18   | Noticed a juggernaut
479041 | Zig:18   | Killed a juggernaut
479041 | Zig:18   | Killed a juggernaut
479041 | Zig:18   | Killed a juggernaut
479041 | Zig:18   | Killed a juggernaut
479041 | Zig:18   | Killed a juggernaut
479041 | Zig:18   | Killed a juggernaut
479041 | Zig:18   | Killed a juggernaut
479041 | Zig:18   | Killed a juggernaut
479041 | Zig:18   | Killed a juggernaut
479041 | Zig:18   | Killed a juggernaut
479041 | Zig:18   | Killed a juggernaut
479041 | Zig:18   | Killed a juggernaut
479042 | Zig:18   | Noticed a juggernaut
479042 | Zig:18   | Noticed a juggernaut
479042 | Zig:18   | Noticed a juggernaut
479043 | Zig:18   | Noticed a juggernaut
479043 | Zig:18   | Noticed a juggernaut
479043 | Zig:18   | Noticed a juggernaut
479044 | Zig:18   | Noticed a juggernaut
479044 | Zig:18   | Noticed a juggernaut
479044 | Zig:18   | Noticed a juggernaut
479045 | Zig:18   | Noticed a juggernaut
479045 | Zig:18   | Noticed a juggernaut
479045 | Zig:18   | Noticed a juggernaut
479046 | Zig:18   | Noticed a juggernaut
479046 | Zig:18   | Noticed a juggernaut
479048 | Zig:18   | Noticed a juggernaut
479048 | Zig:18   | Killed a juggernaut
479048 | Zig:18   | Killed a juggernaut
479048 | Zig:18   | Killed a juggernaut
479048 | Zig:18   | Killed a juggernaut
479048 | Zig:18   | Killed a juggernaut
479048 | Zig:18   | Killed a juggernaut
479048 | Zig:18   | Killed a juggernaut
479048 | Zig:18   | Killed a juggernaut
479048 | Zig:18   | Killed a juggernaut
479048 | Zig:18   | Killed a juggernaut
479048 | Zig:18   | Killed a juggernaut
479048 | Zig:18   | Killed a juggernaut
479048 | Zig:18   | Killed a juggernaut
479049 | Zig:18   | Noticed a juggernaut
479049 | Zig:18   | Noticed a juggernaut
479049 | Zig:18   | Noticed a juggernaut
479049 | Zig:18   | Noticed a juggernaut
479050 | Zig:18   | Noticed a juggernaut
479050 | Zig:18   | Noticed a juggernaut
479050 | Zig:18   | Noticed a juggernaut
479051 | Zig:18   | Noticed a juggernaut
479051 | Zig:18   | Noticed a juggernaut
479052 | Zig:18   | Killed a juggernaut
479054 | Zig:18   | Noticed a juggernaut
479054 | Zig:18   | Killed a juggernaut
479054 | Zig:18   | Killed a juggernaut
479054 | Zig:18   | Killed a juggernaut
479054 | Zig:18   | Killed a juggernaut
479054 | Zig:18   | Killed a juggernaut
479054 | Zig:18   | Killed a juggernaut
479055 | Zig:18   | Noticed a juggernaut
479057 | Zig:18   | Noticed a juggernaut
479057 | Zig:18   | Noticed a juggernaut
479057 | Zig:18   | Noticed a juggernaut
479059 | Zig:18   | Noticed a juggernaut
479059 | Zig:18   | Noticed a juggernaut
479059 | Zig:18   | Noticed a juggernaut
479060 | Zig:18   | Noticed a juggernaut
479060 | Zig:18   | Noticed a juggernaut
479061 | Zig:18   | Killed a juggernaut
479062 | Zig:18   | Noticed a juggernaut
479065 | Zig:18   | Killed a juggernaut
479065 | Zig:18   | Killed a juggernaut
479065 | Zig:18   | Killed a juggernaut
479065 | Zig:18   | Killed a juggernaut
479065 | Zig:18   | Killed a juggernaut
479065 | Zig:18   | Killed a juggernaut
479065 | Zig:18   | Killed a juggernaut
479065 | Zig:18   | Killed a juggernaut
479065 | Zig:18   | Killed a juggernaut
479065 | Zig:18   | Killed a juggernaut
479065 | Zig:18   | Killed a juggernaut
479073 | Zig:18   | Noticed a juggernaut
479074 | Zig:18   | Noticed a juggernaut
479080 | Zig:18   | Killed a juggernaut
479081 | Zig:18   | Noticed a juggernaut
479082 | Zig:18   | Killed a juggernaut
479082 | Zig:18   | Killed a juggernaut
479082 | Zig:18   | Killed a juggernaut
479082 | Zig:18   | Killed a juggernaut
479083 | Zig:18   | Noticed a juggernaut
479087 | Zig:18   | Noticed a juggernaut
479093 | Zig:18   | Killed a juggernaut
479093 | Zig:18   | Killed a juggernaut
479093 | Zig:18   | Killed a juggernaut
479094 | Zig:18   | Noticed a juggernaut
479094 | Zig:18   | Noticed a juggernaut
479095 | Zig:18   | Noticed a juggernaut
479095 | Zig:18   | Noticed a juggernaut
479099 | Zig:18   | Noticed a juggernaut
479102 | Zig:18   | Killed a juggernaut
479102 | Zig:18   | Killed a juggernaut
479102 | Zig:18   | Killed a juggernaut
479102 | Zig:18   | Killed a juggernaut
479102 | Zig:18   | Killed a juggernaut
479261 | Zig:18   | Got a smoking jade ring
479263 | Zig:18   | Identified the ring of Recauq {rCorr *Corrode Dex+3} (You found it on level 18 of a ziggurat)
479272 | Zig:18   | Got a scintillating amber ring
479273 | Zig:18   | Identified the ring "Qotag" {+Blink MR- Str+2 Int+2} (You found it on level 18 of a ziggurat)
479297 | Zig:18   | Got a twitching bone amulet
479298 | Zig:18   | Identified the amulet "Alofac" {rC- MR+ Regen+ Int+7 SInv} (You found it on level 18 of a ziggurat)
479348 | Zig:18   | Identified the cursed +0 crystal plate armour of Chimes {Dex+2} (You found it on level 18 of a ziggurat)
479388 | Zig:19   | Entered Level 19 of a ziggurat
479388 | Zig:19   | Noticed an ancient lich
479388 | Zig:19   | Noticed an ancient lich
479388 | Zig:19   | Noticed an ancient lich
479388 | Zig:19   | Noticed an ancient lich
479388 | Zig:19   | Noticed an ancient lich
479388 | Zig:19   | Noticed an ancient lich
479388 | Zig:19   | Noticed an ancient lich
479388 | Zig:19   | Noticed an ancient lich
479389 | Zig:19   | Killed an ancient lich
479389 | Zig:19   | Killed an ancient lich
479389 | Zig:19   | Killed an ancient lich
479390 | Zig:19   | Noticed an ancient lich
479390 | Zig:19   | Noticed an ancient lich
479390 | Zig:19   | Noticed an ancient lich
479391 | Zig:19   | Noticed an ancient lich
479391 | Zig:19   | Killed an ancient lich
479391 | Zig:19   | Killed an ancient lich
479391 | Zig:19   | Killed an ancient lich
479391 | Zig:19   | Killed an ancient lich
479391 | Zig:19   | Killed an ancient lich
479391 | Zig:19   | Killed an ancient lich
479392 | Zig:19   | Killed an ancient lich
479392 | Zig:19   | Killed an ancient lich
479392 | Zig:19   | Killed an ancient lich
479393 | Zig:19   | Noticed an ancient lich
479393 | Zig:19   | Noticed an ancient lich
479396 | Zig:19   | Noticed an ancient lich
479396 | Zig:19   | Killed an ancient lich
479396 | Zig:19   | Killed an ancient lich
479397 | Zig:19   | Killed an ancient lich
479400 | Zig:19   | Noticed an ancient lich
479401 | Zig:19   | Noticed an ancient lich
479401 | Zig:19   | Noticed an ancient lich
479404 | Zig:19   | Noticed an ancient lich
479404 | Zig:19   | Noticed an ancient lich
479404 | Zig:19   | Killed an ancient lich
479404 | Zig:19   | Killed an ancient lich
479404 | Zig:19   | Killed an ancient lich
479405 | Zig:19   | Noticed an ancient lich
479405 | Zig:19   | Killed an ancient lich
479405 | Zig:19   | Killed an ancient lich
479406 | Zig:19   | Noticed an ancient lich
479406 | Zig:19   | Noticed an ancient lich
479406 | Zig:19   | Killed an ancient lich
479406 | Zig:19   | Killed an ancient lich
479407 | Zig:19   | Noticed an ancient lich
479410 | Zig:19   | Killed an ancient lich
479411 | Zig:19   | Noticed an ancient lich
479411 | Zig:19   | Noticed an ancient lich
479412 | Zig:19   | Noticed an ancient lich
479412 | Zig:19   | Killed an ancient lich
479412 | Zig:19   | Killed an ancient lich
479413 | Zig:19   | Killed an ancient lich
479413 | Zig:19   | Killed an ancient lich
479414 | Zig:19   | Noticed an ancient lich
479414 | Zig:19   | Noticed an ancient lich
479414 | Zig:19   | Noticed an ancient lich
479414 | Zig:19   | Killed an ancient lich
479414 | Zig:19   | Killed an ancient lich
479415 | Zig:19   | Noticed an ancient lich
479415 | Zig:19   | Noticed an ancient lich
479415 | Zig:19   | Noticed an ancient lich
479416 | Zig:19   | Noticed an ancient lich
479418 | Zig:19   | Noticed an ancient lich
479419 | Zig:19   | Noticed an ancient lich
479420 | Zig:19   | Noticed an ancient lich
479420 | Zig:19   | Noticed an ancient lich
479420 | Zig:19   | Killed an ancient lich
479420 | Zig:19   | Killed an ancient lich
479420 | Zig:19   | Killed an ancient lich
479420 | Zig:19   | Killed an ancient lich
479421 | Zig:19   | Noticed an ancient lich
479421 | Zig:19   | Killed an ancient lich
479421 | Zig:19   | Killed an ancient lich
479421 | Zig:19   | Killed an ancient lich
479421 | Zig:19   | Killed an ancient lich
479422 | Zig:19   | Killed an ancient lich
479422 | Zig:19   | Killed an ancient lich
479423 | Zig:19   | Noticed an ancient lich
479425 | Zig:19   | Noticed an ancient lich
479425 | Zig:19   | Killed an ancient lich
479426 | Zig:19   | Noticed an ancient lich
479426 | Zig:19   | Killed an ancient lich
479427 | Zig:19   | Noticed an ancient lich
479427 | Zig:19   | Noticed an ancient lich
479428 | Zig:19   | Killed an ancient lich
479428 | Zig:19   | Killed an ancient lich
479429 | Zig:19   | Killed an ancient lich
479430 | Zig:19   | Noticed an ancient lich
479431 | Zig:19   | Noticed an ancient lich
479431 | Zig:19   | Killed an ancient lich
479432 | Zig:19   | Killed an ancient lich
479436 | Zig:19   | Noticed an ancient lich
479436 | Zig:19   | Noticed an ancient lich
479438 | Zig:19   | Killed an ancient lich
479440 | Zig:19   | Killed an ancient lich
479442 | Zig:19   | Noticed an ancient lich
479442 | Zig:19   | Noticed an ancient lich
479442 | Zig:19   | Noticed an ancient lich
479442 | Zig:19   | Noticed an ancient lich
479446 | Zig:19   | Killed an ancient lich
479447 | Zig:19   | Killed an ancient lich
479447 | Zig:19   | Killed an ancient lich
479448 | Zig:19   | Noticed an ancient lich
479448 | Zig:19   | Noticed an ancient lich
479450 | Zig:19   | Killed an ancient lich
479450 | Zig:19   | Killed an ancient lich
479451 | Zig:19   | Noticed an ancient lich
479451 | Zig:19   | Killed an ancient lich
479452 | Zig:19   | Noticed an ancient lich
479452 | Zig:19   | Killed an ancient lich
479455 | Zig:19   | Killed an ancient lich
479456 | Zig:19   | Noticed an ancient lich
479457 | Zig:19   | Noticed an ancient lich
479457 | Zig:19   | Killed an ancient lich
479457 | Zig:19   | Killed an ancient lich
479462 | Zig:19   | Noticed an ancient lich
479464 | Zig:19   | Noticed an ancient lich
479465 | Zig:19   | Killed an ancient lich
479466 | Zig:19   | Noticed an ancient lich
479466 | Zig:19   | Killed an ancient lich
479466 | Zig:19   | Killed an ancient lich
479466 | Zig:19   | Killed an ancient lich
479467 | Zig:19   | Noticed an ancient lich
479472 | Zig:19   | Killed an ancient lich
479473 | Zig:19   | Noticed an ancient lich
479473 | Zig:19   | Noticed an ancient lich
479475 | Zig:19   | Killed an ancient lich
479475 | Zig:19   | Killed an ancient lich
479478 | Zig:19   | Noticed an ancient lich
479481 | Zig:19   | Killed an ancient lich
479484 | Zig:19   | Noticed an ancient lich
479485 | Zig:19   | Killed an ancient lich
479495 | Zig:19   | Noticed an ancient lich
479495 | Zig:19   | Noticed an ancient lich
479495 | Zig:19   | Killed an ancient lich
479500 | Zig:19   | Noticed an ancient lich
479501 | Zig:19   | Killed an ancient lich
479501 | Zig:19   | Killed an ancient lich
479565 | Zig:19   | Got a clouded bronze ring
479567 | Zig:19   | Identified the ring "Qayfoybo" {rF- MR+ EV+5 Stlth+} (You found it on level 19 of a ziggurat)
479571 | Zig:19   | Got a bound pewter amulet
479572 | Zig:19   | Identified the amulet of Itijysh {Reflect Str+4 Dex+4 SH+5} (You found it on level 19 of a ziggurat)
479581 | Zig:19   | Got a bound brass ring
479582 | Zig:19   | Identified the ring "Akuonyuh" {*Slow rElec rN+ MR+ SInv} (You found it on level 19 of a ziggurat)
479587 | Zig:19   | Got a slimy iron ring
479588 | Zig:19   | Identified the ring "Koewn" {rC+ Str+8 Int-5 SInv} (You found it on level 19 of a ziggurat)
479618 | Zig:19   | Got a twitching ivory ring
479619 | Zig:19   | Identified the ring of Nigucw {Fire Dex+2} (You found it on level 19 of a ziggurat)
479627 | Zig:19   | Identified Nuazaze's Incunabulum of Dislocated Lightness
479751 | Zig:19   | Identified the +18 crystal plate armour "Qoyplid" {*Contam rN+ MR+ Str+4} (You found it on level 19 of a ziggurat)
479801 | Zig:20   | Entered Level 20 of a ziggurat
479801 | Zig:20   | Noticed Rujages the pandemonium lord
479801 | Zig:20   | Noticed Okiangod the pandemonium lord
479801 | Zig:20   | Noticed Xextaij the pandemonium lord
479801 | Zig:20   | Noticed Ethri the pandemonium lord
479801 | Zig:20   | Noticed Lowuiliw the pandemonium lord
479801 | Zig:20   | Noticed Kesh the pandemonium lord
479801 | Zig:20   | Noticed Otha the pandemonium lord
479801 | Zig:20   | Noticed Touwn the pandemonium lord
479801 | Zig:20   | Noticed Cuduj the pandemonium lord
479801 | Zig:20   | Noticed Inanla the pandemonium lord
479801 | Zig:20   | Noticed Hiobb the pandemonium lord
479801 | Zig:20   | Noticed Fiexuxes the pandemonium lord
479801 | Zig:20   | Noticed Feothotta the pandemonium lord
479801 | Zig:20   | Noticed Iniycium the pandemonium lord
479801 | Zig:20   | Noticed Udeemir the pandemonium lord
479801 | Zig:20   | Noticed Nyifiuc the pandemonium lord
479801 | Zig:20   | Noticed Kuihonau the pandemonium lord
479801 | Zig:20   | Noticed Lawnic the pandemonium lord
479801 | Zig:20   | Noticed Zitenecs the pandemonium lord
479801 | Zig:20   | Noticed Gukha the pandemonium lord
479801 | Zig:20   | Noticed Ruavvokh the pandemonium lord
479801 | Zig:20   | Noticed Ryhobaz the pandemonium lord
479801 | Zig:20   | Noticed Wemutea the pandemonium lord
479801 | Zig:20   | Noticed Qeurgh the pandemonium lord
479801 | Zig:20   | Noticed Dezxeaj the pandemonium lord
479801 | Zig:20   | Noticed Juasya the pandemonium lord
479801 | Zig:20   | Noticed Xoihamos the pandemonium lord
479801 | Zig:20   | Noticed Zyobav the pandemonium lord
479801 | Zig:20   | Noticed Zasor the pandemonium lord
479801 | Zig:20   | Noticed Mionovix the pandemonium lord
479801 | Zig:20   | Noticed Immub the pandemonium lord
479801 | Zig:20   | Noticed Etetokh the pandemonium lord
479801 | Zig:20   | Noticed Leenar the pandemonium lord
479801 | Zig:20   | Noticed Laduptus the pandemonium lord
479801 | Zig:20   | Noticed Verafit the pandemonium lord
479801 | Zig:20   | Noticed Ygedowab the pandemonium lord
479801 | Zig:20   | Noticed Deunodoj the pandemonium lord
479801 | Zig:20   | Noticed Gyosk the pandemonium lord
479801 | Zig:20   | Noticed Tefoynn the pandemonium lord
479801 | Zig:20   | Noticed Bayss the pandemonium lord
479803 | Zig:20   | Noticed Qukonk the pandemonium lord
479803 | Zig:20   | Noticed Maorinle the pandemonium lord
479803 | Zig:20   | Noticed Tieleg the pandemonium lord
479803 | Zig:20   | Noticed Asiegewa the pandemonium lord
479804 | Zig:20   | Noticed Ymiloice the pandemonium lord
479804 | Zig:20   | Noticed Meomokhli the pandemonium lord
479804 | Zig:20   | Noticed Qeathrocw the pandemonium lord
479804 | Zig:20   | Noticed Mabefae the pandemonium lord
479804 | Zig:20   | Killed Nyifiuc the pandemonium lord
479804 | Zig:20   | Killed Rujages the pandemonium lord
479804 | Zig:20   | Killed Qeurgh the pandemonium lord
479804 | Zig:20   | Killed Ryhobaz the pandemonium lord
479804 | Zig:20   | Killed Inanla the pandemonium lord
479805 | Zig:20   | Noticed Noathroa the pandemonium lord
479805 | Zig:20   | Noticed Unyff the pandemonium lord
479805 | Zig:20   | Noticed Cugill the pandemonium lord
479805 | Zig:20   | Noticed Pocamoev the pandemonium lord
479805 | Zig:20   | Killed Gyosk the pandemonium lord
479805 | Zig:20   | Killed Verafit the pandemonium lord
479805 | Zig:20   | Killed Iniycium the pandemonium lord
479806 | Zig:20   | Noticed Qumegi Gety the pandemonium lord
479806 | Zig:20   | Noticed Dife the pandemonium lord
479806 | Zig:20   | Noticed Wamp the pandemonium lord
479806 | Zig:20   | Noticed Sohimp the pandemonium lord
479806 | Zig:20   | Noticed Pengam the pandemonium lord
479806 | Zig:20   | Killed Zyobav the pandemonium lord
479806 | Zig:20   | Killed Meomokhli the pandemonium lord
479806 | Zig:20   | Killed Ruavvokh the pandemonium lord
479806 | Zig:20   | Killed Fiexuxes the pandemonium lord
479806 | Zig:20   | Killed Immub the pandemonium lord
479806 | Zig:20   | Killed Okiangod the pandemonium lord
479806 | Zig:20   | Killed Tefoynn the pandemonium lord
479806 | Zig:20   | Killed Laduptus the pandemonium lord
479806 | Zig:20   | Killed Zasor the pandemonium lord
479806 | Zig:20   | Noticed Rueluuga the pandemonium lord
479806 | Zig:20   | Noticed Xutu Sel the pandemonium lord
479806 | Zig:20   | Noticed Fogiass the pandemonium lord
479806 | Zig:20   | Noticed Vaef the pandemonium lord
479806 | Zig:20   | Noticed Caocwyko the pandemonium lord
479806 | Zig:20   | Noticed Afecekan the pandemonium lord
479807 | Zig:20   | Noticed Gacag the pandemonium lord
479807 | Zig:20   | Noticed Xocwen the pandemonium lord
479807 | Zig:20   | Noticed Seag the pandemonium lord
479807 | Zig:20   | Noticed Geshrixi the pandemonium lord
479807 | Zig:20   | Noticed Wabimene the pandemonium lord
479807 | Zig:20   | Noticed Busadot the pandemonium lord
479807 | Zig:20   | Noticed Mogyt the pandemonium lord
479807 | Zig:20   | Noticed Utuckic the pandemonium lord
479807 | Zig:20   | Noticed Zuef the pandemonium lord
479807 | Zig:20   | Noticed Laxiraaj the pandemonium lord
479807 | Zig:20   | Noticed Zytao the pandemonium lord
479807 | Zig:20   | Noticed Xoethrigh the pandemonium lord
479807 | Zig:20   | Noticed Jiahargh the pandemonium lord
479807 | Zig:20   | Noticed Qudoih the pandemonium lord
479807 | Zig:20   | Noticed Lurru the pandemonium lord
479807 | Zig:20   | Noticed Uhenet the pandemonium lord
479807 | Zig:20   | Noticed Ohamid the pandemonium lord
479807 | Zig:20   | Noticed Wycoxto the pandemonium lord
479807 | Zig:20   | Noticed Wuer the pandemonium lord
479807 | Zig:20   | Noticed Xiqyt the pandemonium lord
479807 | Zig:20   | Noticed Miuxzosa the pandemonium lord
479807 | Zig:20   | Noticed Uthofu the pandemonium lord
479807 | Zig:20   | Noticed Luhesm the pandemonium lord
479807 | Zig:20   | Noticed Ezeolag the pandemonium lord
479807 | Zig:20   | Noticed Jysmif the pandemonium lord
479807 | Zig:20   | Noticed Ivvutan the pandemonium lord
479807 | Zig:20   | Noticed Imeh the pandemonium lord
479807 | Zig:20   | Noticed Esusurph the pandemonium lord
479807 | Zig:20   | Noticed Benudapn the pandemonium lord
479807 | Zig:20   | Noticed Fong the pandemonium lord
479807 | Zig:20   | Noticed Toobum the pandemonium lord
479807 | Zig:20   | Noticed Tyokaz Raco the pandemonium lord
479807 | Zig:20   | Noticed Zenithray the pandemonium lord
479807 | Zig:20   | Noticed Unuafise the pandemonium lord
479807 | Zig:20   | Noticed Ceguid the pandemonium lord
479807 | Zig:20   | Noticed Ochadam the pandemonium lord
479807 | Zig:20   | Noticed Opsifou the pandemonium lord
479807 | Zig:20   | Noticed Igoe the pandemonium lord
479807 | Zig:20   | Noticed Caonkyxax the pandemonium lord
479807 | Zig:20   | Noticed Fawuom the pandemonium lord
479807 | Zig:20   | Noticed Ijyupne the pandemonium lord
479807 | Zig:20   | Noticed Acua the pandemonium lord
479807 | Zig:20   | Noticed Peokkyny the pandemonium lord
479807 | Zig:20   | Noticed Fuphewk the pandemonium lord
479807 | Zig:20   | Noticed Vauwyk the pandemonium lord
479807 | Zig:20   | Noticed Zewkoan the pandemonium lord
479807 | Zig:20   | Noticed Vebynel the pandemonium lord
479807 | Zig:20   | Noticed Xiamos the pandemonium lord
479807 | Zig:20   | Noticed Putix the pandemonium lord
479807 | Zig:20   | Noticed Qaerops the pandemonium lord
479807 | Zig:20   | Noticed Eqeni the pandemonium lord
479807 | Zig:20   | Noticed Xeckur the pandemonium lord
479807 | Zig:20   | Noticed Azuaz the pandemonium lord
479807 | Zig:20   | Noticed Quahughi the pandemonium lord
479807 | Zig:20   | Noticed Bumusch the pandemonium lord
479807 | Zig:20   | Noticed Mautut the pandemonium lord
479807 | Zig:20   | Noticed Woagub the pandemonium lord
479807 | Zig:20   | Noticed Karecaiph the pandemonium lord
479807 | Zig:20   | Noticed Vezebieg the pandemonium lord
479807 | Zig:20   | Noticed Tonwuip the pandemonium lord
479807 | Zig:20   | Noticed Uneut the pandemonium lord
479807 | Zig:20   | Noticed Esab Kao the pandemonium lord
479807 | Zig:20   | Noticed Vuqagg the pandemonium lord
479807 | Zig:20   | Noticed Umad the pandemonium lord
479807 | Zig:20   | Noticed Gujoda the pandemonium lord
479807 | Zig:20   | Noticed Gaqaacoh the pandemonium lord
479807 | Zig:20   | Noticed Qemm the pandemonium lord
479808 | Zig:20   | Noticed Teaptuj the pandemonium lord
479808 | Zig:20   | Noticed Aplesuv the pandemonium lord
479808 | Zig:20   | Noticed Uzouc the pandemonium lord
479808 | Zig:20   | Noticed Zaomiu the pandemonium lord
479808 | Zig:20   | Noticed Juschof the pandemonium lord
479808 | Zig:20   | Noticed Gixakh the pandemonium lord
479809 | Zig:20   | Noticed Metibrei the pandemonium lord
479809 | Zig:20   | Noticed Qorol the pandemonium lord
479809 | Zig:20   | Noticed Baastru the pandemonium lord
479809 | Zig:20   | Noticed Zer Nel the pandemonium lord
479810 | Zig:20   | Noticed Zium the pandemonium lord
479810 | Zig:20   | Noticed Eprul the pandemonium lord
479810 | Zig:20   | Noticed Hafri the pandemonium lord
479810 | Zig:20   | Noticed Ymel Gost the pandemonium lord
479810 | Zig:20   | Killed Unuafise the pandemonium lord
479810 | Zig:20   | Killed Zuef the pandemonium lord
479810 | Zig:20   | Killed Imeh the pandemonium lord
479810 | Zig:20   | Killed Ochadam the pandemonium lord
479810 | Zig:20   | Killed Woagub the pandemonium lord
479810 | Zig:20   | Killed Opsifou the pandemonium lord
479810 | Zig:20   | Killed Tonwuip the pandemonium lord
479810 | Zig:20   | Killed Ohamid the pandemonium lord
479811 | Zig:20   | Noticed Suxaw the pandemonium lord
479811 | Zig:20   | Noticed Wuredgh the pandemonium lord
479811 | Zig:20   | Noticed Mucausk the pandemonium lord
479811 | Zig:20   | Killed Jysmif the pandemonium lord
479811 | Zig:20   | Killed Fuphewk the pandemonium lord
479811 | Zig:20   | Killed Wuer the pandemonium lord
479811 | Zig:20   | Killed Lurru the pandemonium lord
479811 | Zig:20   | Killed Vauwyk the pandemonium lord
479811 | Zig:20   | Killed Gaqaacoh the pandemonium lord
479811 | Zig:20   | Killed Zewkoan the pandemonium lord
479811 | Zig:20   | Killed Umad the pandemonium lord
479812 | Zig:20   | Noticed Ifev the pandemonium lord
479812 | Zig:20   | Noticed Risyclud the pandemonium lord
479812 | Zig:20   | Killed Benudapn the pandemonium lord
479812 | Zig:20   | Killed Ezeolag the pandemonium lord
479813 | Zig:20   | Noticed Duxabb the pandemonium lord
479813 | Zig:20   | Noticed Wamalu the pandemonium lord
479813 | Zig:20   | Noticed Powedd the pandemonium lord
479813 | Zig:20   | Noticed Atiem Oqu the pandemonium lord
479813 | Zig:20   | Killed Rueluuga the pandemonium lord
479813 | Zig:20   | Killed Xeckur the pandemonium lord
479813 | Zig:20   | Killed Ijyupne the pandemonium lord
479813 | Zig:20   | Killed Fong the pandemonium lord
479813 | Zig:20   | Killed Caocwyko the pandemonium lord
479813 | Zig:20   | Killed Xiqyt the pandemonium lord
479813 | Zig:20   | Killed Uhenet the pandemonium lord
479814 | Zig:20   | Noticed Likuh the pandemonium lord
479814 | Zig:20   | Noticed Sadoshrys the pandemonium lord
479814 | Zig:20   | Noticed Rawn the pandemonium lord
479814 | Zig:20   | Noticed Welysch the pandemonium lord
479814 | Zig:20   | Killed Vezebieg the pandemonium lord
479814 | Zig:20   | Killed Qudoih the pandemonium lord
479814 | Zig:20   | Killed Ceguid the pandemonium lord
479814 | Zig:20   | Killed Jiahargh the pandemonium lord
479814 | Zig:20   | Killed Laxiraaj the pandemonium lord
479814 | Zig:20   | Killed Bumusch the pandemonium lord
479814 | Zig:20   | Killed Baastru the pandemonium lord
479814 | Zig:20   | Killed Miuxzosa the pandemonium lord
479815 | Zig:20   | Killed Zytao the pandemonium lord
479815 | Zig:20   | Killed Qorol the pandemonium lord
479815 | Zig:20   | Killed Ivvutan the pandemonium lord
479815 | Zig:20   | Killed Wabimene the pandemonium lord
479815 | Zig:20   | Killed Eqeni the pandemonium lord
479816 | Zig:20   | Noticed Hik Zyfe the pandemonium lord
479816 | Zig:20   | Noticed Dais the pandemonium lord
479816 | Zig:20   | Noticed Qiggijig the pandemonium lord
479816 | Zig:20   | Noticed Cagrephy the pandemonium lord
479816 | Zig:20   | Noticed Uto Odio the pandemonium lord
479816 | Zig:20   | Killed Afecekan the pandemonium lord
479817 | Zig:20   | Noticed Qakhoxe the pandemonium lord
479817 | Zig:20   | Noticed Plog the pandemonium lord
479817 | Zig:20   | Killed Gujoda the pandemonium lord
479817 | Zig:20   | Killed Esab Kao the pandemonium lord
479817 | Zig:20   | Killed Zenithray the pandemonium lord
479817 | Zig:20   | Killed Geshrixi the pandemonium lord
479817 | Zig:20   | Killed Teaptuj the pandemonium lord
479818 | Zig:20   | Noticed Byfaymn the pandemonium lord
479818 | Zig:20   | Noticed Vewafax the pandemonium lord
479819 | Zig:20   | Noticed Dihuan the pandemonium lord
479819 | Zig:20   | Noticed Namy the pandemonium lord
479819 | Zig:20   | Noticed Setsuh the pandemonium lord
479819 | Zig:20   | Noticed Cafithryg the pandemonium lord
479820 | Zig:20   | Noticed Umyll the pandemonium lord
479820 | Zig:20   | Noticed Winigrut the pandemonium lord
479820 | Zig:20   | Noticed Mafoewu the pandemonium lord
479820 | Zig:20   | Killed Quahughi the pandemonium lord
479820 | Zig:20   | Killed Xocwen the pandemonium lord
479820 | Zig:20   | Killed Uthofu the pandemonium lord
479820 | Zig:20   | Killed Vaef the pandemonium lord
479821 | Zig:20   | Noticed Kepaem the pandemonium lord
479821 | Zig:20   | Noticed Taovaiz the pandemonium lord
479821 | Zig:20   | Noticed Jiwnisan the pandemonium lord
479821 | Zig:20   | Noticed Owkyur the pandemonium lord
479821 | Zig:20   | Noticed Weaxod the pandemonium lord
479821 | Zig:20   | Noticed Jepackie the pandemonium lord
479821 | Zig:20   | Noticed Gisami the pandemonium lord
479821 | Zig:20   | Noticed Jeeluczu the pandemonium lord
479821 | Zig:20   | Noticed Ygoleniok the pandemonium lord
479821 | Zig:20   | Noticed Lucunoc the pandemonium lord
479821 | Zig:20   | Noticed Zoor the pandemonium lord
479821 | Zig:20   | Noticed Keuheori the pandemonium lord
479821 | Zig:20   | Noticed Qiapsalitaixt the pandemonium lord
479821 | Zig:20   | Noticed Xoci the pandemonium lord
479821 | Zig:20   | Noticed Rudur the pandemonium lord
479821 | Zig:20   | Noticed Haice the pandemonium lord
479821 | Zig:20   | Noticed Kojor the pandemonium lord
479821 | Zig:20   | Noticed Upahyl the pandemonium lord
479823 | Zig:20   | Noticed Pihinusk the pandemonium lord
479823 | Zig:20   | Noticed Jupofyl the pandemonium lord
479823 | Zig:20   | Noticed Luze the pandemonium lord
479823 | Zig:20   | Noticed Hyum the pandemonium lord
479823 | Zig:20   | Noticed Akkir the pandemonium lord
479823 | Zig:20   | Noticed Imis Leu the pandemonium lord
479823 | Zig:20   | Noticed Neiloful the pandemonium lord
479823 | Zig:20   | Noticed Hoqir the pandemonium lord
479823 | Zig:20   | Noticed Jaig the pandemonium lord
479823 | Zig:20   | Noticed Asoarucw the pandemonium lord
479823 | Zig:20   | Noticed Yleuro the pandemonium lord
479823 | Zig:20   | Noticed Qeghap the pandemonium lord
479823 | Zig:20   | Noticed Vaixto the pandemonium lord
479823 | Zig:20   | Noticed Cefuexy the pandemonium lord
479823 | Zig:20   | Noticed Goqev the pandemonium lord
479823 | Zig:20   | Noticed Atzenluo the pandemonium lord
479823 | Zig:20   | Noticed Xephem the pandemonium lord
479823 | Zig:20   | Noticed Cehyx the pandemonium lord
479823 | Zig:20   | Noticed Boneah the pandemonium lord
479823 | Zig:20   | Noticed Ituodgh the pandemonium lord
479823 | Zig:20   | Noticed Puus the pandemonium lord
479823 | Zig:20   | Noticed Uvvopnog the pandemonium lord
479823 | Zig:20   | Noticed Cyixt the pandemonium lord
479823 | Zig:20   | Noticed Qacofid the pandemonium lord
479826 | Zig:20   | Killed Pihinusk the pandemonium lord
479826 | Zig:20   | Killed Boneah the pandemonium lord
479826 | Zig:20   | Killed Suxaw the pandemonium lord
479827 | Zig:20   | Noticed Kowuen the pandemonium lord
479828 | Zig:20   | Noticed Soluvuof the pandemonium lord
479828 | Zig:20   | Noticed Reggism the pandemonium lord
479828 | Zig:20   | Noticed Ezaoplill the pandemonium lord
479829 | Zig:20   | Noticed Seukar the pandemonium lord
479830 | Zig:20   | Noticed Ijuffo Keud the pandemonium lord
479830 | Zig:20   | Noticed Suraffei the pandemonium lord
479830 | Zig:20   | Noticed Sekusch the pandemonium lord
479830 | Zig:20   | Noticed Ipeyk the pandemonium lord
479830 | Zig:20   | Noticed Anuisew the pandemonium lord
479830 | Zig:20   | Noticed Lerr the pandemonium lord
479830 | Zig:20   | Noticed Jycreg the pandemonium lord
479830 | Zig:20   | Noticed Kikkauv the pandemonium lord
479830 | Zig:20   | Noticed Matt the pandemonium lord
479830 | Zig:20   | Noticed Navisihu the pandemonium lord
479831 | Zig:20   | Noticed Seoh the pandemonium lord
479833 | Zig:20   | Killed Ymiloice the pandemonium lord
479835 | Zig:20   | Killed Asiegewa the pandemonium lord
479836 | Zig:20   | Killed Bayss the pandemonium lord
479836 | Zig:20   | Killed Kojor the pandemonium lord
479837 | Zig:20   | Killed Lawnic the pandemonium lord
479837 | Zig:20   | Killed Mucausk the pandemonium lord
479837 | Zig:20   | Killed Juasya the pandemonium lord
479837 | Zig:20   | Killed Wemutea the pandemonium lord
479839 | Zig:20   | Noticed Estifreu the pandemonium lord
479840 | Zig:20   | Killed Mabefae the pandemonium lord
479840 | Zig:20   | Killed Rudur the pandemonium lord
479840 | Zig:20   | Killed Leenar the pandemonium lord
479842 | Zig:20   | Killed Weaxod the pandemonium lord
479842 | Zig:20   | Killed Keuheori the pandemonium lord
479843 | Zig:20   | Killed Xextaij the pandemonium lord
479844 | Zig:20   | Killed Otha the pandemonium lord
479844 | Zig:20   | Killed Qukonk the pandemonium lord
479844 | Zig:20   | Killed Gukha the pandemonium lord
479844 | Zig:20   | Killed Ygoleniok the pandemonium lord
479847 | Zig:20   | Killed Uzouc the pandemonium lord
479847 | Zig:20   | Killed Anuisew the pandemonium lord
479848 | Zig:20   | Noticed Ezeshauz the pandemonium lord
479848 | Zig:20   | Killed Vewafax the pandemonium lord
479848 | Zig:20   | Killed Eprul the pandemonium lord
479848 | Zig:20   | Killed Kesh the pandemonium lord
479848 | Zig:20   | Killed Matt the pandemonium lord
479849 | Zig:20   | Killed Jeeluczu the pandemonium lord
479849 | Zig:20   | Killed Noathroa the pandemonium lord
479850 | Zig:20   | Killed Navisihu the pandemonium lord
479850 | Zig:20   | Killed Welysch the pandemonium lord
479851 | Zig:20   | Killed Maorinle the pandemonium lord
479851 | Zig:20   | Killed Risyclud the pandemonium lord
479851 | Zig:20   | Killed Cugill the pandemonium lord
479851 | Zig:20   | Killed Uto Odio the pandemonium lord
479851 | Zig:20   | Killed Owkyur the pandemonium lord
479853 | Zig:20   | Killed Gisami the pandemonium lord
479854 | Zig:20   | Killed Qiapsalitaixt the pandemonium lord
479854 | Zig:20   | Killed Xoihamos the pandemonium lord
479856 | Zig:20   | Killed Cyixt the pandemonium lord
479858 | Zig:20   | Killed Hafri the pandemonium lord
479859 | Zig:20   | Noticed Duaduses the pandemonium lord
479859 | Zig:20   | Killed Ijuffo Keud the pandemonium lord
479859 | Zig:20   | Killed Peokkyny the pandemonium lord
479861 | Zig:20   | Killed Mautut the pandemonium lord
479861 | Zig:20   | Killed Zitenecs the pandemonium lord
479863 | Zig:20   | Killed Dezxeaj the pandemonium lord
479872 | Zig:20   | Killed Deunodoj the pandemonium lord
479873 | Zig:20   | Noticed Niumm the pandemonium lord
479873 | Zig:20   | Noticed Zistrem the pandemonium lord
479873 | Zig:20   | Noticed Roenaum the pandemonium lord
479873 | Zig:20   | Noticed Zexoesoa the pandemonium lord
479873 | Zig:20   | Noticed Okeepiw the pandemonium lord
479873 | Zig:20   | Noticed Diaz the pandemonium lord
479873 | Zig:20   | Noticed Zirik the pandemonium lord
479873 | Zig:20   | Noticed Rod Zymiy the pandemonium lord
479873 | Zig:20   | Noticed Tixyfot the pandemonium lord
479873 | Zig:20   | Noticed Efiepya the pandemonium lord
479873 | Zig:20   | Noticed Hiras the pandemonium lord
479874 | Zig:20   | Killed Kuihonau the pandemonium lord
479878 | Zig:20   | Noticed Byuskergh the pandemonium lord
479880 | Zig:20   | Noticed Pahum the pandemonium lord
479882 | Zig:20   | Noticed Wihannem the pandemonium lord
479882 | Zig:20   | Noticed Tiop Eza the pandemonium lord
479886 | Zig:20   | Noticed Fieph the pandemonium lord
479888 | Zig:20   | Noticed Pirph the pandemonium lord
479889 | Zig:20   | Killed Luze the pandemonium lord
479893 | Zig:20   | Killed Cehyx the pandemonium lord
479894 | Zig:20   | Killed Azuaz the pandemonium lord
479898 | Zig:20   | Killed Fogiass the pandemonium lord
479906 | Zig:20   | Killed Pocamoev the pandemonium lord
479906 | Zig:20   | Paralysed by a floating eye for 3 turns
479912 | Zig:20   | Killed Cuduj the pandemonium lord
479934 | Zig:20   | Killed Tieleg the pandemonium lord
479934 | Zig:20   | Killed Cagrephy the pandemonium lord
479934 | Zig:20   | Killed Lucunoc the pandemonium lord
479934 | Zig:20   | Killed Esusurph the pandemonium lord
479934 | Zig:20   | Killed Ituodgh the pandemonium lord
479937 | Zig:20   | Killed Pirph the pandemonium lord
479937 | Zig:20   | Killed Rod Zymiy the pandemonium lord
479937 | Zig:20   | Killed Mafoewu the pandemonium lord
479937 | Zig:20   | Killed Wihannem the pandemonium lord
479937 | Zig:20   | Killed Vaixto the pandemonium lord
479937 | Zig:20   | Killed Juschof the pandemonium lord
479937 | Zig:20   | Killed Etetokh the pandemonium lord
479939 | Zig:20   | Killed Mionovix the pandemonium lord
479939 | Zig:20   | Killed Kikkauv the pandemonium lord
479939 | Zig:20   | Killed Sohimp the pandemonium lord
479939 | Zig:20   | Killed Fieph the pandemonium lord
479939 | Zig:20   | Killed Kepaem the pandemonium lord
479943 | Zig:20   | Killed Udeemir the pandemonium lord
479947 | Zig:20   | Killed Yleuro the pandemonium lord
479948 | Zig:20   | Killed Jepackie the pandemonium lord
479948 | Zig:20   | Killed Zoor the pandemonium lord
479948 | Zig:20   | Killed Qumegi Gety the pandemonium lord
479948 | Zig:20   | Killed Toobum the pandemonium lord
479948 | Zig:20   | Killed Jaig the pandemonium lord
479949 | Zig:20   | Killed Pahum the pandemonium lord
479949 | Zig:20   | Killed Namy the pandemonium lord
479949 | Zig:20   | Killed Atiem Oqu the pandemonium lord
479949 | Zig:20   | Killed Seag the pandemonium lord
479949 | Zig:20   | Killed Gacag the pandemonium lord
479949 | Zig:20   | Killed Plog the pandemonium lord
479950 | Zig:20   | Killed Zistrem the pandemonium lord
479951 | Zig:20   | Killed Roenaum the pandemonium lord
479951 | Zig:20   | Killed Dife the pandemonium lord
479951 | Zig:20   | Killed Vebynel the pandemonium lord
479956 | Zig:20   | Killed Sadoshrys the pandemonium lord
479956 | Zig:20   | Killed Ygedowab the pandemonium lord
479956 | Zig:20   | Killed Putix the pandemonium lord
479956 | Zig:20   | Killed Likuh the pandemonium lord
479956 | Zig:20   | Killed Winigrut the pandemonium lord
479956 | Zig:20   | Killed Igoe the pandemonium lord
479956 | Zig:20   | Killed Upahyl the pandemonium lord
479956 | Zig:20   | Killed Ymel Gost the pandemonium lord
479957 | Zig:20   | Killed Niumm the pandemonium lord
479957 | Zig:20   | Killed Zexoesoa the pandemonium lord
479957 | Zig:20   | Killed Efiepya the pandemonium lord
479957 | Zig:20   | Killed Zium the pandemonium lord
479957 | Zig:20   | Killed Uneut the pandemonium lord
479958 | Zig:20   | Noticed Jodawkam the pandemonium lord
479959 | Zig:20   | Killed Seukar the pandemonium lord
479959 | Zig:20   | Killed Setsuh the pandemonium lord
479959 | Zig:20   | Killed Suraffei the pandemonium lord
479959 | Zig:20   | Killed Byuskergh the pandemonium lord
479960 | Zig:20   | Killed Fawuom the pandemonium lord
479960 | Zig:20   | Killed Wamp the pandemonium lord
479961 | Zig:20   | Noticed Jeqife the pandemonium lord
479962 | Zig:20   | Noticed Qutsal the pandemonium lord
479962 | Zig:20   | Noticed Ytiotopn the pandemonium lord
479962 | Zig:20   | Killed Diaz the pandemonium lord
479964 | Zig:20   | Killed Unyff the pandemonium lord
479964 | Zig:20   | Killed Jeqife the pandemonium lord
479964 | Zig:20   | Killed Feothotta the pandemonium lord
479964 | Zig:20   | Killed Jodawkam the pandemonium lord
479964 | Zig:20   | Killed Okeepiw the pandemonium lord
479964 | Zig:20   | Killed Cafithryg the pandemonium lord
479964 | Zig:20   | Killed Xoethrigh the pandemonium lord
479964 | Zig:20   | Killed Hik Zyfe the pandemonium lord
479965 | Zig:20   | Noticed Viho the pandemonium lord
479965 | Zig:20   | Killed Ytiotopn the pandemonium lord
479965 | Zig:20   | Killed Byfaymn the pandemonium lord
479965 | Zig:20   | Killed Utuckic the pandemonium lord
479965 | Zig:20   | Killed Atzenluo the pandemonium lord
479966 | Zig:20   | Killed Ezaoplill the pandemonium lord
479966 | Zig:20   | Killed Zer Nel the pandemonium lord
479966 | Zig:20   | Killed Qutsal the pandemonium lord
479967 | Zig:20   | Killed Qeathrocw the pandemonium lord
479968 | Zig:20   | Killed Xiamos the pandemonium lord
479969 | Zig:20   | Killed Zirik the pandemonium lord
479969 | Zig:20   | Killed Estifreu the pandemonium lord
479972 | Zig:20   | Killed Powedd the pandemonium lord
479972 | Zig:20   | Killed Jycreg the pandemonium lord
479972 | Zig:20   | Killed Kowuen the pandemonium lord
479975 | Zig:20   | Killed Hiobb the pandemonium lord
479975 | Zig:20   | Killed Lowuiliw the pandemonium lord
479975 | Zig:20   | Killed Rawn the pandemonium lord
479975 | Zig:20   | Killed Goqev the pandemonium lord
479975 | Zig:20   | Killed Lerr the pandemonium lord
479977 | Zig:20   | Noticed Roupsya the pandemonium lord
479977 | Zig:20   | Noticed Dupliro the pandemonium lord
479979 | Zig:20   | Noticed Limaen the pandemonium lord
479979 | Zig:20   | Killed Xoci the pandemonium lord
479979 | Zig:20   | Killed Metibrei the pandemonium lord
479979 | Zig:20   | Killed Tiop Eza the pandemonium lord
479979 | Zig:20   | Noticed Maf Xife the pandemonium lord
479979 | Zig:20   | Noticed Larador the pandemonium lord
479980 | Zig:20   | Noticed Gimoacure the pandemonium lord
479980 | Zig:20   | Noticed Xuatiriz the pandemonium lord
479981 | Zig:20   | Noticed Wacs the pandemonium lord
479982 | Zig:20   | Killed Duxabb the pandemonium lord
479984 | Zig:20   | Killed Gimoacure the pandemonium lord
479984 | Zig:20   | Killed Tyokaz Raco the pandemonium lord
479984 | Zig:20   | Killed Cefuexy the pandemonium lord
479984 | Zig:20   | Killed Umyll the pandemonium lord
479984 | Zig:20   | Killed Dupliro the pandemonium lord
479984 | Zig:20   | Killed Viho the pandemonium lord
479984 | Zig:20   | Killed Limaen the pandemonium lord
479985 | Zig:20   | Noticed Daudax the pandemonium lord
479985 | Zig:20   | Killed Tixyfot the pandemonium lord
479985 | Zig:20   | Killed Wamalu the pandemonium lord
479985 | Zig:20   | Killed Reggism the pandemonium lord
479985 | Zig:20   | Killed Hyum the pandemonium lord
479985 | Zig:20   | Killed Imis Leu the pandemonium lord
479985 | Zig:20   | Killed Pengam the pandemonium lord
479985 | Zig:20   | Killed Jupofyl the pandemonium lord
479985 | Zig:20   | Killed Wuredgh the pandemonium lord
479985 | Zig:20   | Killed Xuatiriz the pandemonium lord
479987 | Zig:20   | Killed Xephem the pandemonium lord
479987 | Zig:20   | Killed Dais the pandemonium lord
479987 | Zig:20   | Killed Sekusch the pandemonium lord
479987 | Zig:20   | Killed Qacofid the pandemonium lord
479987 | Zig:20   | Killed Daudax the pandemonium lord
479987 | Zig:20   | Killed Maf Xife the pandemonium lord
479987 | Zig:20   | Killed Puus the pandemonium lord
479987 | Zig:20   | Killed Qakhoxe the pandemonium lord
479988 | Zig:20   | Killed Gixakh the pandemonium lord
479990 | Zig:20   | Noticed Usaosat the pandemonium lord
479990 | Zig:20   | Noticed Cyipt the pandemonium lord
479991 | Zig:20   | Killed Seoh the pandemonium lord
479993 | Zig:20   | Noticed Fukerch the pandemonium lord
479993 | Zig:20   | Killed Larador the pandemonium lord
479995 | Zig:20   | Killed Ezeshauz the pandemonium lord
479996 | Zig:20   | Noticed Neiruuc the pandemonium lord
479996 | Zig:20   | Noticed Ittaiblu the pandemonium lord
479997 | Zig:20   | Killed Usaosat the pandemonium lord
479998 | Zig:20   | Killed Wacs the pandemonium lord
479999 | Zig:20   | Noticed Ijaunuext the pandemonium lord
479999 | Zig:20   | Killed Roupsya the pandemonium lord
479999 | Zig:20   | Killed Ittaiblu the pandemonium lord
479999 | Zig:20   | Killed Jiwnisan the pandemonium lord
479999 | Zig:20   | Killed Luhesm the pandemonium lord
480001 | Zig:20   | Noticed Roruq the pandemonium lord
480001 | Zig:20   | Killed Taovaiz the pandemonium lord
480001 | Zig:20   | Killed Soluvuof the pandemonium lord
480001 | Zig:20   | Killed Duaduses the pandemonium lord
480002 | Zig:20   | Noticed Buvvihell the pandemonium lord
480002 | Zig:20   | Killed Ijaunuext the pandemonium lord
480002 | Zig:20   | Killed Buvvihell the pandemonium lord
480002 | Zig:20   | Killed Qeghap the pandemonium lord
480002 | Zig:20   | Killed Karecaiph the pandemonium lord
480002 | Zig:20   | Killed Fukerch the pandemonium lord
480003 | Zig:20   | Noticed Bumuania the pandemonium lord
480004 | Zig:20   | Noticed Wonwillu the pandemonium lord
480007 | Zig:20   | Killed Neiruuc the pandemonium lord
480010 | Zig:20   | Noticed Raezaif the pandemonium lord
480010 | Zig:20   | Killed Cyipt the pandemonium lord
480010 | Zig:20   | Killed Roruq the pandemonium lord
480010 | Zig:20   | Killed Qiggijig the pandemonium lord
480011 | Zig:20   | Killed Ipeyk the pandemonium lord
480012 | Zig:20   | Noticed Risuoq the pandemonium lord
480013 | Zig:20   | Killed Dihuan the pandemonium lord
480015 | Zig:20   | Killed Qaerops the pandemonium lord
480016 | Zig:20   | Noticed Caoceap the pandemonium lord
480017 | Zig:20   | Killed Wycoxto the pandemonium lord
480017 | Zig:20   | Killed Raezaif the pandemonium lord
480017 | Zig:20   | Killed Risuoq the pandemonium lord
480019 | Zig:20   | Killed Uvvopnog the pandemonium lord
480019 | Zig:20   | Killed Caoceap the pandemonium lord
480021 | Zig:20   | Noticed Urhaubust the pandemonium lord
480023 | Zig:20   | Noticed Asam the pandemonium lord
480023 | Zig:20   | Killed Bumuania the pandemonium lord
480024 | Zig:20   | Noticed Xiebov the pandemonium lord
480025 | Zig:20   | Killed Zaomiu the pandemonium lord
480026 | Zig:20   | Killed Asam the pandemonium lord
480027 | Zig:20   | Noticed Faimn the pandemonium lord
480027 | Zig:20   | Noticed Saasos the pandemonium lord
480027 | Zig:20   | Killed Xiebov the pandemonium lord
480027 | Zig:20   | Killed Akkir the pandemonium lord
480028 | Zig:20   | Noticed Xequ the pandemonium lord
480028 | Zig:20   | Noticed Pegrybyiq the pandemonium lord
480028 | Zig:20   | Killed Saasos the pandemonium lord
480028 | Zig:20   | Killed Touwn the pandemonium lord
480028 | Zig:20   | Killed Faimn the pandemonium lord
480028 | Zig:20   | Killed Xutu Sel the pandemonium lord
480028 | Zig:20   | Killed Wonwillu the pandemonium lord
480028 | Zig:20   | Killed Hoqir the pandemonium lord
480029 | Zig:20   | Noticed Saociuh the pandemonium lord
480030 | Zig:20   | Killed Qemm the pandemonium lord
480030 | Zig:20   | Killed Hifauseoc the pandemonium lord
480030 | Zig:20   | Killed Xequ the pandemonium lord
480031 | Zig:20   | Noticed Puorghey the pandemonium lord
480031 | Zig:20   | Killed Urhaubust the pandemonium lord
480032 | Zig:20   | Killed Puorghey the pandemonium lord
480032 | Zig:20   | Killed Saociuh the pandemonium lord
480032 | Zig:20   | Killed Pegrybyiq the pandemonium lord
480033 | Zig:20   | Noticed Licyucle the pandemonium lord
480034 | Zig:20   | Noticed Qirryga the pandemonium lord
480035 | Zig:20   | Killed Licyucle the pandemonium lord
480036 | Zig:20   | Noticed Ponur the pandemonium lord
480036 | Zig:20   | Noticed Ocseu the pandemonium lord
480037 | Zig:20   | Noticed Ceho the pandemonium lord
480037 | Zig:20   | Noticed Byttad the pandemonium lord
480037 | Zig:20   | Noticed Soip the pandemonium lord
480038 | Zig:20   | Noticed Bimiblups the pandemonium lord
480038 | Zig:20   | Noticed Bymusif the pandemonium lord
480038 | Zig:20   | Killed Bymusif the pandemonium lord
480038 | Zig:20   | Killed Bimiblups the pandemonium lord
480038 | Zig:20   | Killed Acua the pandemonium lord
480039 | Zig:20   | Noticed Kiawkion the pandemonium lord
480039 | Zig:20   | Killed Ocseu the pandemonium lord
480039 | Zig:20   | Killed Busadot the pandemonium lord
480039 | Zig:20   | Killed Werr the pandemonium lord
480041 | Zig:20   | Killed Ponur the pandemonium lord
480042 | Zig:20   | Noticed Godij the pandemonium lord
480042 | Zig:20   | Noticed Buafaf the pandemonium lord
480043 | Zig:20   | Killed Kiawkion the pandemonium lord
480043 | Zig:20   | Killed Vuqagg the pandemonium lord
480043 | Zig:20   | Killed Caonkyxax the pandemonium lord
480043 | Zig:20   | Killed Soip the pandemonium lord
480043 | Zig:20   | Killed Byttad the pandemonium lord
480044 | Zig:20   | Noticed Janem the pandemonium lord
480045 | Zig:20   | Killed Buafaf the pandemonium lord
480045 | Zig:20   | Killed Getidoah the pandemonium lord
480045 | Zig:20   | Killed Bicuj Kysk the pandemonium lord
480047 | Zig:20   | Killed Godij the pandemonium lord
480047 | Zig:20   | Killed Janem the pandemonium lord
480047 | Zig:20   | Killed Midgh the pandemonium lord
480047 | Zig:20   | Killed Ziamyat the pandemonium lord
480048 | Zig:20   | Noticed Vyug Emi the pandemonium lord
480048 | Zig:20   | Noticed Lujeo the pandemonium lord
480049 | Zig:20   | Killed Ceho the pandemonium lord
480050 | Zig:20   | Noticed Wooq the pandemonium lord
480050 | Zig:20   | Killed Haice the pandemonium lord
480051 | Zig:20   | Noticed Ynunotef the pandemonium lord
480051 | Zig:20   | Noticed Hazej the pandemonium lord
480052 | Zig:20   | Killed Lujeo the pandemonium lord
480052 | Zig:20   | Killed Hazej the pandemonium lord
480052 | Zig:20   | Killed Qirryga the pandemonium lord
480053 | Zig:20   | Noticed Waf Fylu the pandemonium lord
480054 | Zig:20   | Noticed Zial Vac the pandemonium lord
480055 | Zig:20   | Noticed Loipn the pandemonium lord
480056 | Zig:20   | Noticed Lefokkyo the pandemonium lord
480056 | Zig:20   | Noticed Weoqan the pandemonium lord
480056 | Zig:20   | Killed Ynunotef the pandemonium lord
480056 | Zig:20   | Killed Vyug Emi the pandemonium lord
480057 | Zig:20   | Noticed Luddof the pandemonium lord
480057 | Zig:20   | Killed Weoqan the pandemonium lord
480057 | Zig:20   | Killed Wooq the pandemonium lord
480057 | Zig:20   | Killed Waf Fylu the pandemonium lord
480058 | Zig:20   | Killed Luddof the pandemonium lord
480059 | Zig:20   | Noticed Pioklama the pandemonium lord
480060 | Zig:20   | Noticed Douco the pandemonium lord
480060 | Zig:20   | Killed Lefokkyo the pandemonium lord
480061 | Zig:20   | Killed Ethri the pandemonium lord
480061 | Zig:20   | Killed Loipn the pandemonium lord
480061 | Zig:20   | Killed Zial Vac the pandemonium lord
480061 | Zig:20   | Killed Ifev the pandemonium lord
480062 | Zig:20   | Noticed Jiech the pandemonium lord
480062 | Zig:20   | Noticed Kyanah the pandemonium lord
480063 | Zig:20   | Noticed Qewoaqet the pandemonium lord
480064 | Zig:20   | Noticed Awopn the pandemonium lord
480064 | Zig:20   | Killed Pioklama the pandemonium lord
480065 | Zig:20   | Killed Jiech the pandemonium lord
480065 | Zig:20   | Killed Mogyt the pandemonium lord
480066 | Zig:20   | Noticed Xynnyc the pandemonium lord
480068 | Zig:20   | Noticed Hoti the pandemonium lord
480068 | Zig:20   | Killed Douco the pandemonium lord
480068 | Zig:20   | Killed Qewoaqet the pandemonium lord
480068 | Zig:20   | Killed Kyanah the pandemonium lord
480069 | Zig:20   | Killed Litiol the pandemonium lord
480069 | Zig:20   | Killed Hiras the pandemonium lord
480069 | Zig:20   | Killed Xynnyc the pandemonium lord
480070 | Zig:20   | Noticed Kymusyif the pandemonium lord
480071 | Zig:20   | Noticed Jasoihis the pandemonium lord
480073 | Zig:20   | Noticed Xumaer the pandemonium lord
480075 | Zig:20   | Killed Hetisch the pandemonium lord
480075 | Zig:20   | Killed Hoti the pandemonium lord
480075 | Zig:20   | Killed Neiloful the pandemonium lord
480076 | Zig:20   | Noticed Yrohis the pandemonium lord
480076 | Zig:20   | Killed Aplesuv the pandemonium lord
480076 | Zig:20   | Killed Jasoihis the pandemonium lord
480077 | Zig:20   | Noticed Riullof the pandemonium lord
480077 | Zig:20   | Killed Awopn the pandemonium lord
480077 | Zig:20   | Killed Riullof the pandemonium lord
480078 | Zig:20   | Noticed Risud the pandemonium lord
480078 | Zig:20   | Noticed Qugru the pandemonium lord
480078 | Zig:20   | Killed Yrohis the pandemonium lord
480079 | Zig:20   | Noticed Jodulah the pandemonium lord
480079 | Zig:20   | Killed Jodulah the pandemonium lord
480079 | Zig:20   | Killed Qugru the pandemonium lord
480083 | Zig:20   | Noticed Kixeag the pandemonium lord
480083 | Zig:20   | Killed Kixeag the pandemonium lord
480083 | Zig:20   | Killed Xumaer the pandemonium lord
480083 | Zig:20   | Killed Asoarucw the pandemonium lord
480083 | Zig:20   | Killed Kymusyif the pandemonium lord
480085 | Zig:20   | Noticed Ydush the pandemonium lord
480085 | Zig:20   | Killed Pugedgh the pandemonium lord
480086 | Zig:20   | Noticed Coeq the pandemonium lord
480086 | Zig:20   | Killed Ydush the pandemonium lord
480086 | Zig:20   | Killed Risud the pandemonium lord
480087 | Zig:20   | Noticed Koq Joza the pandemonium lord
480089 | Zig:20   | Noticed Ixkegaez the pandemonium lord
480089 | Zig:20   | Killed Coeq the pandemonium lord
480090 | Zig:20   | Killed Ixkegaez the pandemonium lord
480092 | Zig:20   | Noticed Xain the pandemonium lord
480092 | Zig:20   | Killed Koq Joza the pandemonium lord
480093 | Zig:20   | Noticed Nuetzun the pandemonium lord
480097 | Zig:20   | Killed Xain the pandemonium lord
480098 | Zig:20   | Killed Nuetzun the pandemonium lord
480178 | Zig:20   | Identified the +2 pair of gloves of the Tick {rPois} (You found it on level 20 of a ziggurat)
480201 | Zig:20   | Got a sparkling graven amulet
480202 | Zig:20   | Identified the amulet "Wiczem" {Faith *Contam rF+ rC+ rN++} (You found it on level 20 of a ziggurat)
480206 | Zig:20   | Identified the +0 cloak of Eternity {*Drain +Fly rN++ Dex+2} (You found it on level 20 of a ziggurat)
480215 | Zig:20   | Got a brightly glowing diamond amulet
480216 | Zig:20   | Identified the amulet "Ganlan" {Reflect Str+3 SH+3} (You found it on level 20 of a ziggurat)
480220 | Zig:20   | Got a transparent lapis lazuli ring
480222 | Zig:20   | Identified the ring of Cenuiff {+Fly rPois rC+ Stlth+} (You found it on level 20 of a ziggurat)
480277 | Zig:20   | Identified the cursed +0 pair of gloves of Wifev {+Blink rC+ Regen+ Str+3 Dex-2} (You found it on level 20 of a ziggurat)
480419 | Zig:21   | Entered Level 21 of a ziggurat
480419 | Zig:21   | Noticed a greater mummy
480419 | Zig:21   | Noticed a greater mummy
480419 | Zig:21   | Noticed a greater mummy
480419 | Zig:21   | Noticed a greater mummy
480419 | Zig:21   | Noticed a greater mummy
480419 | Zig:21   | Noticed a greater mummy
480421 | Zig:21   | Noticed a greater mummy
480421 | Zig:21   | Noticed a greater mummy
480421 | Zig:21   | Noticed a greater mummy
480421 | Zig:21   | Noticed a greater mummy
480421 | Zig:21   | Noticed a greater mummy
480421 | Zig:21   | Noticed a greater mummy
480422 | Zig:21   | Noticed a greater mummy
480423 | Zig:21   | Noticed a greater mummy
480424 | Zig:21   | Killed a greater mummy
480424 | Zig:21   | Killed a greater mummy
480424 | Zig:21   | Killed a greater mummy
480424 | Zig:21   | Killed a greater mummy
480425 | Zig:21   | Noticed a greater mummy
480425 | Zig:21   | Noticed a greater mummy
480425 | Zig:21   | Noticed a greater mummy
480425 | Zig:21   | Noticed a greater mummy
480425 | Zig:21   | Noticed a greater mummy
480425 | Zig:21   | Killed a greater mummy
480426 | Zig:21   | Noticed a greater mummy
480426 | Zig:21   | Killed a greater mummy
480426 | Zig:21   | Killed a greater mummy
480426 | Zig:21   | Killed a greater mummy
480426 | Zig:21   | Killed a greater mummy
480426 | Zig:21   | Killed a greater mummy
480427 | Zig:21   | Killed a greater mummy
480427 | Zig:21   | Killed a greater mummy
480428 | Zig:21   | Noticed a greater mummy
480428 | Zig:21   | Noticed a greater mummy
480428 | Zig:21   | Noticed a greater mummy
480428 | Zig:21   | Noticed a greater mummy
480428 | Zig:21   | Noticed a greater mummy
480428 | Zig:21   | Noticed a greater mummy
480429 | Zig:21   | Noticed a greater mummy
480429 | Zig:21   | Killed a greater mummy
480429 | Zig:21   | Killed a greater mummy
480429 | Zig:21   | Killed a greater mummy
480429 | Zig:21   | Killed a greater mummy
480429 | Zig:21   | Killed a greater mummy
480430 | Zig:21   | Killed a greater mummy
480430 | Zig:21   | Killed a greater mummy
480430 | Zig:21   | Killed a greater mummy
480430 | Zig:21   | Killed a greater mummy
480430 | Zig:21   | Killed a greater mummy
480430 | Zig:21   | Killed a greater mummy
480430 | Zig:21   | Killed a greater mummy
480430 | Zig:21   | Killed a greater mummy
480430 | Zig:21   | Killed a greater mummy
480431 | Zig:21   | Noticed a greater mummy
480431 | Zig:21   | Noticed a greater mummy
480433 | Zig:21   | Noticed a greater mummy
480433 | Zig:21   | Noticed a greater mummy
480433 | Zig:21   | Killed a greater mummy
480434 | Zig:21   | Noticed a greater mummy
480434 | Zig:21   | Noticed a greater mummy
480434 | Zig:21   | Noticed a greater mummy
480435 | Zig:21   | Noticed a greater mummy
480435 | Zig:21   | Noticed a greater mummy
480435 | Zig:21   | Killed a greater mummy
480436 | Zig:21   | Noticed a greater mummy
480436 | Zig:21   | Noticed a greater mummy
480436 | Zig:21   | Noticed a greater mummy
480436 | Zig:21   | Noticed a greater mummy
480436 | Zig:21   | Noticed a greater mummy
480436 | Zig:21   | Noticed a greater mummy
480437 | Zig:21   | Noticed a greater mummy
480437 | Zig:21   | Noticed a greater mummy
480437 | Zig:21   | Noticed a greater mummy
480437 | Zig:21   | Killed a greater mummy
480437 | Zig:21   | Killed a greater mummy
480437 | Zig:21   | Killed a greater mummy
480437 | Zig:21   | Killed a greater mummy
480438 | Zig:21   | Noticed a greater mummy
480438 | Zig:21   | Noticed a greater mummy
480438 | Zig:21   | Noticed a greater mummy
480438 | Zig:21   | Killed a greater mummy
480439 | Zig:21   | Noticed a greater mummy
480439 | Zig:21   | Noticed a greater mummy
480439 | Zig:21   | Killed a greater mummy
480439 | Zig:21   | Killed a greater mummy
480439 | Zig:21   | Killed a greater mummy
480439 | Zig:21   | Killed a greater mummy
480439 | Zig:21   | Killed a greater mummy
480440 | Zig:21   | Noticed a greater mummy
480440 | Zig:21   | Noticed a greater mummy
480440 | Zig:21   | Noticed a greater mummy
480440 | Zig:21   | Noticed a greater mummy
480440 | Zig:21   | Noticed a greater mummy
480440 | Zig:21   | Noticed a greater mummy
480440 | Zig:21   | Killed a greater mummy
480440 | Zig:21   | Killed a greater mummy
480440 | Zig:21   | Killed a greater mummy
480440 | Zig:21   | Killed a greater mummy
480440 | Zig:21   | Killed a greater mummy
480440 | Zig:21   | Killed a greater mummy
480441 | Zig:21   | Noticed a greater mummy
480441 | Zig:21   | Noticed a greater mummy
480441 | Zig:21   | Noticed a greater mummy
480441 | Zig:21   | Noticed a greater mummy
480441 | Zig:21   | Noticed a greater mummy
480441 | Zig:21   | Killed a greater mummy
480442 | Zig:21   | Noticed a greater mummy
480442 | Zig:21   | Noticed a greater mummy
480442 | Zig:21   | Noticed a greater mummy
480442 | Zig:21   | Noticed a greater mummy
480442 | Zig:21   | Noticed a greater mummy
480442 | Zig:21   | Noticed a greater mummy
480443 | Zig:21   | Noticed a greater mummy
480443 | Zig:21   | Noticed a greater mummy
480443 | Zig:21   | Noticed a greater mummy
480444 | Zig:21   | Noticed a greater mummy
480444 | Zig:21   | Killed a greater mummy
480444 | Zig:21   | Killed a greater mummy
480444 | Zig:21   | Killed a greater mummy
480444 | Zig:21   | Killed a greater mummy
480444 | Zig:21   | Killed a greater mummy
480444 | Zig:21   | Killed a greater mummy
480444 | Zig:21   | Killed a greater mummy
480444 | Zig:21   | Killed a greater mummy
480444 | Zig:21   | Killed a greater mummy
480444 | Zig:21   | Killed a greater mummy
480445 | Zig:21   | Noticed a greater mummy
480445 | Zig:21   | Noticed a greater mummy
480445 | Zig:21   | Noticed a greater mummy
480445 | Zig:21   | Noticed a greater mummy
480445 | Zig:21   | Killed a greater mummy
480445 | Zig:21   | Killed a greater mummy
480446 | Zig:21   | Noticed a greater mummy
480446 | Zig:21   | Killed a greater mummy
480446 | Zig:21   | Killed a greater mummy
480446 | Zig:21   | Killed a greater mummy
480446 | Zig:21   | Killed a greater mummy
480446 | Zig:21   | Killed a greater mummy
480446 | Zig:21   | Killed a greater mummy
480447 | Zig:21   | Noticed a greater mummy
480447 | Zig:21   | Noticed a greater mummy
480447 | Zig:21   | Killed a greater mummy
480447 | Zig:21   | Killed a greater mummy
480447 | Zig:21   | Killed a greater mummy
480447 | Zig:21   | Killed a greater mummy
480447 | Zig:21   | Killed a greater mummy
480447 | Zig:21   | Killed a greater mummy
480447 | Zig:21   | Killed a greater mummy
480447 | Zig:21   | Killed a greater mummy
480448 | Zig:21   | Noticed a greater mummy
480448 | Zig:21   | Noticed a greater mummy
480448 | Zig:21   | Noticed a greater mummy
480448 | Zig:21   | Killed a greater mummy
480448 | Zig:21   | Killed a greater mummy
480448 | Zig:21   | Killed a greater mummy
480448 | Zig:21   | Killed a greater mummy
480449 | Zig:21   | Noticed a greater mummy
480449 | Zig:21   | Noticed a greater mummy
480449 | Zig:21   | Noticed a greater mummy
480449 | Zig:21   | Noticed a greater mummy
480449 | Zig:21   | Noticed a greater mummy
480450 | Zig:21   | Noticed a greater mummy
480450 | Zig:21   | Noticed a greater mummy
480451 | Zig:21   | Noticed a greater mummy
480451 | Zig:21   | Killed a greater mummy
480452 | Zig:21   | Noticed a greater mummy
480452 | Zig:21   | Killed a greater mummy
480452 | Zig:21   | Killed a greater mummy
480452 | Zig:21   | Killed a greater mummy
480452 | Zig:21   | Killed a greater mummy
480452 | Zig:21   | Killed a greater mummy
480452 | Zig:21   | Killed a greater mummy
480453 | Zig:21   | Noticed a greater mummy
480453 | Zig:21   | Noticed a greater mummy
480453 | Zig:21   | Noticed a greater mummy
480453 | Zig:21   | Noticed a greater mummy
480453 | Zig:21   | Noticed a greater mummy
480453 | Zig:21   | Noticed a greater mummy
480453 | Zig:21   | Killed a greater mummy
480453 | Zig:21   | Killed a greater mummy
480453 | Zig:21   | Killed a greater mummy
480454 | Zig:21   | Noticed a greater mummy
480454 | Zig:21   | Noticed a greater mummy
480454 | Zig:21   | Noticed a greater mummy
480454 | Zig:21   | Noticed a greater mummy
480454 | Zig:21   | Killed a greater mummy
480454 | Zig:21   | Killed a greater mummy
480454 | Zig:21   | Killed a greater mummy
480454 | Zig:21   | Killed a greater mummy
480454 | Zig:21   | Killed a greater mummy
480454 | Zig:21   | Killed a greater mummy
480455 | Zig:21   | Noticed a greater mummy
480455 | Zig:21   | Noticed a greater mummy
480455 | Zig:21   | Noticed a greater mummy
480456 | Zig:21   | Noticed a greater mummy
480456 | Zig:21   | Noticed a greater mummy
480456 | Zig:21   | Noticed a greater mummy
480457 | Zig:21   | Noticed a greater mummy
480458 | Zig:21   | Noticed a greater mummy
480458 | Zig:21   | Killed a greater mummy
480458 | Zig:21   | Killed a greater mummy
480458 | Zig:21   | Killed a greater mummy
480458 | Zig:21   | Killed a greater mummy
480459 | Zig:21   | Noticed a greater mummy
480459 | Zig:21   | Noticed a greater mummy
480459 | Zig:21   | Noticed a greater mummy
480459 | Zig:21   | Noticed a greater mummy
480459 | Zig:21   | Noticed a greater mummy
480459 | Zig:21   | Noticed a greater mummy
480459 | Zig:21   | Noticed a greater mummy
480459 | Zig:21   | Killed a greater mummy
480460 | Zig:21   | Noticed a greater mummy
480460 | Zig:21   | Noticed a greater mummy
480460 | Zig:21   | Killed a greater mummy
480460 | Zig:21   | Killed a greater mummy
480460 | Zig:21   | Killed a greater mummy
480460 | Zig:21   | Killed a greater mummy
480460 | Zig:21   | Killed a greater mummy
480460 | Zig:21   | Killed a greater mummy
480462 | Zig:21   | Noticed a greater mummy
480462 | Zig:21   | Noticed a greater mummy
480463 | Zig:21   | Noticed a greater mummy
480463 | Zig:21   | Noticed a greater mummy
480464 | Zig:21   | Killed a greater mummy
480464 | Zig:21   | Killed a greater mummy
480464 | Zig:21   | Killed a greater mummy
480464 | Zig:21   | Killed a greater mummy
480464 | Zig:21   | Killed a greater mummy
480464 | Zig:21   | Killed a greater mummy
480465 | Zig:21   | Noticed a greater mummy
480465 | Zig:21   | Noticed a greater mummy
480465 | Zig:21   | Noticed a greater mummy
480465 | Zig:21   | Noticed a greater mummy
480466 | Zig:21   | Killed a greater mummy
480467 | Zig:21   | Killed a greater mummy
480467 | Zig:21   | Killed a greater mummy
480467 | Zig:21   | Killed a greater mummy
480468 | Zig:21   | Killed a greater mummy
480468 | Zig:21   | Killed a greater mummy
480468 | Zig:21   | Killed a greater mummy
480468 | Zig:21   | Killed a greater mummy
480468 | Zig:21   | Killed a greater mummy
480469 | Zig:21   | Killed a greater mummy
480469 | Zig:21   | Killed a greater mummy
480469 | Zig:21   | Killed a greater mummy
480471 | Zig:21   | Killed a greater mummy
480471 | Zig:21   | Killed a greater mummy
480471 | Zig:21   | Killed a greater mummy
480474 | Zig:21   | Killed a greater mummy
480474 | Zig:21   | Killed a greater mummy
480481 | Zig:21   | Identified Dyonoe's Catalogue of the Volcanoes and Conjuration
480533 | Zig:21   | Got a vibrating marble ring
480535 | Zig:21   | Identified the ring "Pipraap" {Wiz Str+5 Int+3} (You found it on level 21 of a ziggurat)
480623 | Zig:22   | Entered Level 22 of a ziggurat
480623 | Zig:22   | Noticed an ancient lich
480623 | Zig:22   | Noticed an ancient lich
480623 | Zig:22   | Noticed an ancient lich
480623 | Zig:22   | Noticed an ancient lich
480623 | Zig:22   | Noticed an ancient lich
480623 | Zig:22   | Noticed an ancient lich
480623 | Zig:22   | Noticed an ancient lich
480623 | Zig:22   | Noticed an ancient lich
480623 | Zig:22   | Noticed an ancient lich
480623 | Zig:22   | Noticed an ancient lich
480624 | Zig:22   | Killed an ancient lich
480624 | Zig:22   | Killed an ancient lich
480624 | Zig:22   | Killed an ancient lich
480624 | Zig:22   | Killed an ancient lich
480624 | Zig:22   | Killed an ancient lich
480624 | Zig:22   | Killed an ancient lich
480625 | Zig:22   | Noticed an ancient lich
480625 | Zig:22   | Killed an ancient lich
480625 | Zig:22   | Killed an ancient lich
480625 | Zig:22   | Killed an ancient lich
480625 | Zig:22   | Killed an ancient lich
480625 | Zig:22   | Killed an ancient lich
480627 | Zig:22   | Noticed an ancient lich
480627 | Zig:22   | Noticed an ancient lich
480627 | Zig:22   | Noticed an ancient lich
480628 | Zig:22   | Killed an ancient lich
480628 | Zig:22   | Killed an ancient lich
480628 | Zig:22   | Killed an ancient lich
480630 | Zig:22   | Noticed an ancient lich
480632 | Zig:22   | Killed an ancient lich
480633 | Zig:22   | Noticed an ancient lich
480634 | Zig:22   | Killed an ancient lich
480635 | Zig:22   | Noticed an ancient lich
480635 | Zig:22   | Noticed an ancient lich
480635 | Zig:22   | Noticed an ancient lich
480636 | Zig:22   | Noticed an ancient lich
480636 | Zig:22   | Noticed an ancient lich
480637 | Zig:22   | Noticed an ancient lich
480637 | Zig:22   | Killed an ancient lich
480637 | Zig:22   | Killed an ancient lich
480637 | Zig:22   | Killed an ancient lich
480637 | Zig:22   | Killed an ancient lich
480637 | Zig:22   | Killed an ancient lich
480640 | Zig:22   | Noticed an ancient lich
480641 | Zig:22   | Noticed an ancient lich
480641 | Zig:22   | Noticed an ancient lich
480642 | Zig:22   | Noticed an ancient lich
480642 | Zig:22   | Killed an ancient lich
480642 | Zig:22   | Killed an ancient lich
480642 | Zig:22   | Killed an ancient lich
480643 | Zig:22   | Noticed an ancient lich
480643 | Zig:22   | Noticed an ancient lich
480643 | Zig:22   | Noticed an ancient lich
480643 | Zig:22   | Killed an ancient lich
480643 | Zig:22   | Killed an ancient lich
480643 | Zig:22   | Killed an ancient lich
480644 | Zig:22   | Noticed an ancient lich
480647 | Zig:22   | Killed an ancient lich
480647 | Zig:22   | Killed an ancient lich
480648 | Zig:22   | Noticed an ancient lich
480649 | Zig:22   | Killed an ancient lich
480649 | Zig:22   | Killed an ancient lich
480650 | Zig:22   | Noticed an ancient lich
480650 | Zig:22   | Noticed an ancient lich
480651 | Zig:22   | Noticed an ancient lich
480652 | Zig:22   | Killed an ancient lich
480652 | Zig:22   | Killed an ancient lich
480653 | Zig:22   | Noticed an ancient lich
480653 | Zig:22   | Noticed an ancient lich
480653 | Zig:22   | Killed an ancient lich
480654 | Zig:22   | Noticed an ancient lich
480654 | Zig:22   | Noticed an ancient lich
480654 | Zig:22   | Noticed an ancient lich
480656 | Zig:22   | Noticed an ancient lich
480656 | Zig:22   | Killed an ancient lich
480656 | Zig:22   | Killed an ancient lich
480657 | Zig:22   | Noticed an ancient lich
480657 | Zig:22   | Killed an ancient lich
480657 | Zig:22   | Killed an ancient lich
480657 | Zig:22   | Killed an ancient lich
480657 | Zig:22   | Killed an ancient lich
480658 | Zig:22   | Noticed an ancient lich
480658 | Zig:22   | Noticed an ancient lich
480659 | Zig:22   | Noticed an ancient lich
480659 | Zig:22   | Killed an ancient lich
480659 | Zig:22   | Killed an ancient lich
480659 | Zig:22   | Killed an ancient lich
480660 | Zig:22   | Noticed an ancient lich
480660 | Zig:22   | Noticed an ancient lich
480660 | Zig:22   | Killed an ancient lich
480661 | Zig:22   | Noticed an ancient lich
480661 | Zig:22   | Noticed an ancient lich
480662 | Zig:22   | Killed an ancient lich
480662 | Zig:22   | Killed an ancient lich
480663 | Zig:22   | Killed an ancient lich
480663 | Zig:22   | Killed an ancient lich
480664 | Zig:22   | Noticed an ancient lich
480666 | Zig:22   | Noticed an ancient lich
480666 | Zig:22   | Killed an ancient lich
480667 | Zig:22   | Noticed an ancient lich
480669 | Zig:22   | Killed an ancient lich
480670 | Zig:22   | Noticed an ancient lich
480670 | Zig:22   | Killed an ancient lich
480670 | Zig:22   | Killed an ancient lich
480672 | Zig:22   | Noticed an ancient lich
480672 | Zig:22   | Noticed an ancient lich
480672 | Zig:22   | Noticed an ancient lich
480673 | Zig:22   | Noticed an ancient lich
480673 | Zig:22   | Noticed an ancient lich
480673 | Zig:22   | Noticed an ancient lich
480673 | Zig:22   | Killed an ancient lich
480674 | Zig:22   | Noticed an ancient lich
480674 | Zig:22   | Killed an ancient lich
480674 | Zig:22   | Killed an ancient lich
480674 | Zig:22   | Killed an ancient lich
480674 | Zig:22   | Killed an ancient lich
480674 | Zig:22   | Killed an ancient lich
480675 | Zig:22   | Noticed an ancient lich
480676 | Zig:22   | Noticed an ancient lich
480676 | Zig:22   | Killed an ancient lich
480676 | Zig:22   | Killed an ancient lich
480677 | Zig:22   | Noticed an ancient lich
480677 | Zig:22   | Noticed an ancient lich
480677 | Zig:22   | Killed an ancient lich
480677 | Zig:22   | Killed an ancient lich
480678 | Zig:22   | Noticed an ancient lich
480679 | Zig:22   | Killed an ancient lich
480679 | Zig:22   | Killed an ancient lich
480680 | Zig:22   | Noticed an ancient lich
480680 | Zig:22   | Noticed an ancient lich
480680 | Zig:22   | Noticed an ancient lich
480680 | Zig:22   | Killed an ancient lich
480681 | Zig:22   | Noticed an ancient lich
480682 | Zig:22   | Killed an ancient lich
480682 | Zig:22   | Killed an ancient lich
480682 | Zig:22   | Killed an ancient lich
480683 | Zig:22   | Noticed an ancient lich
480684 | Zig:22   | Noticed an ancient lich
480685 | Zig:22   | Noticed an ancient lich
480685 | Zig:22   | Killed an ancient lich
480686 | Zig:22   | Noticed an ancient lich
480687 | Zig:22   | Killed an ancient lich
480687 | Zig:22   | Killed an ancient lich
480687 | Zig:22   | Killed an ancient lich
480688 | Zig:22   | Noticed an ancient lich
480689 | Zig:22   | Noticed an ancient lich
480690 | Zig:22   | Noticed an ancient lich
480690 | Zig:22   | Noticed an ancient lich
480691 | Zig:22   | Noticed an ancient lich
480691 | Zig:22   | Killed an ancient lich
480691 | Zig:22   | Killed an ancient lich
480691 | Zig:22   | Killed an ancient lich
480692 | Zig:22   | Noticed an ancient lich
480692 | Zig:22   | Killed an ancient lich
480692 | Zig:22   | Killed an ancient lich
480692 | Zig:22   | Killed an ancient lich
480693 | Zig:22   | Noticed an ancient lich
480695 | Zig:22   | Killed an ancient lich
480697 | Zig:22   | Noticed an ancient lich
480697 | Zig:22   | Noticed an ancient lich
480698 | Zig:22   | Killed an ancient lich
480699 | Zig:22   | Killed an ancient lich
480701 | Zig:22   | Noticed an ancient lich
480702 | Zig:22   | Killed an ancient lich
480704 | Zig:22   | Noticed an ancient lich
480705 | Zig:22   | Noticed an ancient lich
480707 | Zig:22   | Noticed an ancient lich
480709 | Zig:22   | Noticed an ancient lich
480709 | Zig:22   | Noticed an ancient lich
480709 | Zig:22   | Killed an ancient lich
480710 | Zig:22   | Noticed an ancient lich
480710 | Zig:22   | Noticed an ancient lich
480710 | Zig:22   | Killed an ancient lich
480710 | Zig:22   | Killed an ancient lich
480710 | Zig:22   | Killed an ancient lich
480712 | Zig:22   | Killed an ancient lich
480712 | Zig:22   | Killed an ancient lich
480712 | Zig:22   | Killed an ancient lich
480713 | Zig:22   | Noticed an ancient lich
480715 | Zig:22   | Noticed an ancient lich
480715 | Zig:22   | Killed an ancient lich
480716 | Zig:22   | Killed an ancient lich
480717 | Zig:22   | Noticed an ancient lich
480717 | Zig:22   | Noticed an ancient lich
480717 | Zig:22   | Killed an ancient lich
480719 | Zig:22   | Noticed an ancient lich
480720 | Zig:22   | Killed an ancient lich
480721 | Zig:22   | Noticed an ancient lich
480721 | Zig:22   | Killed an ancient lich
480723 | Zig:22   | Killed an ancient lich
480725 | Zig:22   | Noticed an ancient lich
480727 | Zig:22   | Killed an ancient lich
480730 | Zig:22   | Noticed an ancient lich
480732 | Zig:22   | Noticed an ancient lich
480733 | Zig:22   | Noticed an ancient lich
480733 | Zig:22   | Killed an ancient lich
480733 | Zig:22   | Killed an ancient lich
480734 | Zig:22   | Killed an ancient lich
480808 | Zig:22   | Got a brightly glowing wooden ring
480810 | Zig:22   | Identified the ring "Nyaveut" {rN+ Str+2 SInv Stlth+} (You found it on level 22 of a ziggurat)
480833 | Zig:22   | Got a clouded ruby amulet
480834 | Zig:22   | Identified the amulet "Diciunix" {MR- Regen+ Str+2 Stlth+} (You found it on level 22 of a ziggurat)
480837 | Zig:22   | Got a bound lapis lazuli ring
480838 | Zig:22   | Identified the cursed ring of Jaem {Int+6 Dex-3} (You found it on level 22 of a ziggurat)
480859 | Zig:22   | Got a glittering lead ring
480860 | Zig:22   | Identified the ring of Limitation {MP+9 Stlth+} (You found it on level 22 of a ziggurat)
480873 | Zig:22   | Identified the Grimoire of the Mutagenic Birds
480878 | Zig:22   | Got a flickering turquoise ring
480879 | Zig:22   | Identified the ring of the Queen {*Slow rF++ rC- EV+4 Str+4 Stlth+} (You found it on level 22 of a ziggurat)
481066 | Zig:23   | Entered Level 23 of a ziggurat
481414 | Zig:23   | Got a steaming bone ring
481416 | Zig:23   | Identified the ring "Lox Juni" {rF- rC++ MR+ Int+6} (You found it on level 23 of a ziggurat)
481439 | Zig:23   | Got a bound ivory ring
481441 | Zig:23   | Identified the ring of the Madman {+Blink rPois AC+4 Int-5 Dex-3} (You found it on level 23 of a ziggurat)
481508 | Zig:23   | Identified the +0 pair of boots "Mukoont" {rF+ Int+6} (You found it on level 23 of a ziggurat)
481539 | Zig:24   | Entered Level 24 of a ziggurat
481610 | Zig:24   | Got a bound bone ring
481612 | Zig:24   | Identified the ring of Niaficoq {EV+3 Dex+2} (You found it on level 24 of a ziggurat)
481919 | Zig:24   | Got a vibrating pewter amulet
481920 | Zig:24   | Identified the amulet "Pecymali" {Reflect +Blink MR+ Dex-4 SH+5} (You found it on level 24 of a ziggurat)
481949 | Zig:24   | Identified the Reference Book on Conjuration
481953 | Zig:24   | Got a crude bronze ring
481954 | Zig:24   | Identified the ring "Rogurick" {Str-3 Int+3 Slay+3 SInv Stlth-} (You found it on level 24 of a ziggurat)
481960 | Zig:24   | Identified the Volume of Bewitchment
481965 | Zig:24   | Got a scorched lead ring
481966 | Zig:24   | Identified the ring of the Saviour {Int+3 Dex+3} (You found it on level 24 of a ziggurat)
481980 | Zig:24   | Got a warped tin ring
481981 | Zig:24   | Identified the ring of Xom's Sleight of Hands {rPois EV+1 Str+3} (You found it on level 24 of a ziggurat)
482000 | Zig:24   | Got a fine bronze ring
482001 | Zig:24   | Identified the ring "Dolibbaa" {rPois Stlth+} (You found it on level 24 of a ziggurat)
482036 | Zig:24   | Identified the Catalogue of Dusty Air
482047 | Zig:25   | Entered Level 25 of a ziggurat
482116 | Zig:25   | Got a heavily runed platinum ring
482118 | Zig:25   | Identified the ring "Ricker" {*Tele Int+6 Dex-5 Slay-3 Stlth+} (You found it on level 25 of a ziggurat)
482354 | Zig:26   | Entered Level 26 of a ziggurat
482714 | Zig:26   | Got a scintillating lead ring
482716 | Zig:26   | Identified the ring of Tulosop {rCorr *Slow Dex+4} (You found it on level 26 of a ziggurat)
482723 | Zig:26   | Identified the Grimoire of the Tortoise
482725 | Zig:26   | Got a twitching copper ring
482726 | Zig:26   | Identified the ring "Mul Fulua" {rCorr +Blink rF- MR+ Int+6} (You found it on level 26 of a ziggurat)
482809 | Zig:26   | Identified the Tome of Combat Magic
482811 | Zig:26   | Got a faintly glowing steel ring
482812 | Zig:26   | Identified the ring "Gufionu" {rN+ Dex+3} (You found it on level 26 of a ziggurat)
482895 | Zig:26   | Identified the +4 large shield "Resadog" {rPois rN+ Int+4 Slay-6} (You found it on level 26 of a ziggurat)
482927 | Zig:27   | Entered Level 27 of a ziggurat
482994 | Zig:27   | Got a glittering emerald amulet
482997 | Zig:27   | Identified the cursed +0 pair of boots "Xuajegyin" {+Inv MR++ Str-2 SInv} (You found it on level 27 of a ziggurat)
482999 | Zig:27   | Identified the cursed -6 pair of gloves "Orechifusa" {rF- rC++ MR+} (You found it on level 27 of a ziggurat)
483047 | Zig:27   | Got a shimmering garnet amulet
483048 | Zig:27   | Identified the amulet "Doriqi" {rPois rC- Regen+ Dex+5 Slay-6} (You found it on level 27 of a ziggurat)
483066 | Zig:27   | Got a flickering glass ring
483068 | Zig:27   | Identified the cursed ring of Qasabegg {rF+ rN+ Dex-3} (You found it on level 27 of a ziggurat)
483193 | Zig:27   | Identified the Handbook of the Bewitching Traveller
483205 | Zig:27   | Got a faintly glowing bronze ring
483209 | Zig:27   | Identified the ring of Laptiz {Fire Dex+5} (You found it on level 27 of a ziggurat)
483212 | Zig:27   | Identified the amulet of Rujavyer {Gourm MR++ Stlth+} (You found it on level 27 of a ziggurat)
483225 | Zig:27   | Got a translucent copper ring
483226 | Zig:27   | Identified the ring of Dyllusyi {EV+2 Slay+2} (You found it on level 27 of a ziggurat)
483264 | Zig:27   | Identified the +2 broad axe of Righteous Fury {protect, rPois rN+} (You found it on level 27 of a ziggurat)
483348 | Depths:2 | Identified the -4 cloak of the Slorg {+Fly rC++ Str-3 Int+2} (You acquired it on level 2 of the Depths)
483349 | Depths:2 | Identified the +1 pair of boots of the Pink Corner {rPois MR+ Int-5} (You acquired it on level 2 of the Depths)
483350 | Depths:2 | Identified the +0 pair of gloves "Tunlo" {Dex+2} (You acquired it on level 2 of the Depths)
483351 | Depths:2 | Identified the -2 cloak of Courage {rN++ Int-2 Stlth+} (You acquired it on level 2 of the Depths)
483394 | Zig:1    | Entered Level 1 of a ziggurat
483446 | Zig:1    | Identified the Catalogue of the Frostbite and Confrontation
483468 | Zig:2    | Entered Level 2 of a ziggurat
483468 | Zig:2    | Noticed a juggernaut
483468 | Zig:2    | Noticed a juggernaut
483468 | Zig:2    | Noticed a juggernaut
483468 | Zig:2    | Noticed a juggernaut
483468 | Zig:2    | Noticed a juggernaut
483468 | Zig:2    | Noticed a juggernaut
483468 | Zig:2    | Noticed a juggernaut
483468 | Zig:2    | Noticed a juggernaut
483468 | Zig:2    | Noticed a juggernaut
483471 | Zig:2    | Noticed a juggernaut
483471 | Zig:2    | Noticed a juggernaut
483473 | Zig:2    | Noticed a juggernaut
483474 | Zig:2    | Killed a juggernaut
483474 | Zig:2    | Killed a juggernaut
483474 | Zig:2    | Killed a juggernaut
483474 | Zig:2    | Killed a juggernaut
483474 | Zig:2    | Killed a juggernaut
483474 | Zig:2    | Killed a juggernaut
483474 | Zig:2    | Killed a juggernaut
483474 | Zig:2    | Killed a juggernaut
483474 | Zig:2    | Killed a juggernaut
483474 | Zig:2    | Killed a juggernaut
483474 | Zig:2    | Killed a juggernaut
483474 | Zig:2    | Killed a juggernaut
483475 | Zig:2    | Noticed a juggernaut
483480 | Zig:2    | Killed a juggernaut
483554 | Zig:3    | Entered Level 3 of a ziggurat
483695 | Zig:4    | Entered Level 4 of a ziggurat
483695 | Zig:4    | Noticed an ancient lich
483695 | Zig:4    | Noticed an ancient lich
483695 | Zig:4    | Noticed an ancient lich
483695 | Zig:4    | Noticed an ancient lich
483695 | Zig:4    | Noticed an ancient lich
483696 | Zig:4    | Killed an ancient lich
483697 | Zig:4    | Noticed an ancient lich
483697 | Zig:4    | Noticed an ancient lich
483697 | Zig:4    | Killed an ancient lich
483697 | Zig:4    | Killed an ancient lich
483697 | Zig:4    | Killed an ancient lich
483697 | Zig:4    | Killed an ancient lich
483698 | Zig:4    | Killed an ancient lich
483699 | Zig:4    | Noticed an ancient lich
483699 | Zig:4    | Noticed an ancient lich
483701 | Zig:4    | Noticed an ancient lich
483701 | Zig:4    | Killed an ancient lich
483701 | Zig:4    | Killed an ancient lich
483701 | Zig:4    | Killed an ancient lich
483705 | Zig:4    | Noticed an ancient lich
483705 | Zig:4    | Killed an ancient lich
483706 | Zig:4    | Killed an ancient lich
483707 | Zig:4    | Noticed an ancient lich
483708 | Zig:4    | Killed an ancient lich
483770 | Zig:5    | Entered Level 5 of a ziggurat
483770 | Zig:5    | Noticed a juggernaut
483770 | Zig:5    | Noticed a juggernaut
483770 | Zig:5    | Noticed a juggernaut
483770 | Zig:5    | Noticed a juggernaut
483770 | Zig:5    | Noticed a juggernaut
483770 | Zig:5    | Noticed a juggernaut
483770 | Zig:5    | Noticed a juggernaut
483770 | Zig:5    | Noticed a juggernaut
483770 | Zig:5    | Noticed a juggernaut
483770 | Zig:5    | Noticed a juggernaut
483770 | Zig:5    | Noticed a juggernaut
483770 | Zig:5    | Noticed a juggernaut
483770 | Zig:5    | Noticed a juggernaut
483773 | Zig:5    | Noticed a juggernaut
483776 | Zig:5    | Killed a juggernaut
483776 | Zig:5    | Killed a juggernaut
483776 | Zig:5    | Killed a juggernaut
483776 | Zig:5    | Killed a juggernaut
483776 | Zig:5    | Killed a juggernaut
483776 | Zig:5    | Killed a juggernaut
483776 | Zig:5    | Killed a juggernaut
483776 | Zig:5    | Killed a juggernaut
483776 | Zig:5    | Killed a juggernaut
483776 | Zig:5    | Killed a juggernaut
483776 | Zig:5    | Killed a juggernaut
483776 | Zig:5    | Killed a juggernaut
483776 | Zig:5    | Killed a juggernaut
483777 | Zig:5    | Noticed a juggernaut
483777 | Zig:5    | Noticed a juggernaut
483778 | Zig:5    | Noticed a juggernaut
483779 | Zig:5    | Killed a juggernaut
483783 | Zig:5    | Noticed a juggernaut
483785 | Zig:5    | Noticed a juggernaut
483787 | Zig:5    | Killed a juggernaut
483788 | Zig:5    | Killed a juggernaut
483788 | Zig:5    | Killed a juggernaut
483788 | Zig:5    | Killed a juggernaut
483788 | Zig:5    | Killed a juggernaut
483789 | Zig:5    | Noticed a juggernaut
483790 | Zig:5    | Noticed a juggernaut
483798 | Zig:5    | Killed a juggernaut
483798 | Zig:5    | Killed a juggernaut
483910 | Zig:6    | Entered Level 6 of a ziggurat
483946 | Zig:6    | Got a scorched glass ring
483948 | Zig:6    | Identified the ring of Ciezy {Int-2 Dex+4 Stlth-} (You found it on level 6 of a ziggurat)
483952 | Zig:6    | Got an ancient turquoise ring
483953 | Zig:6    | Identified the ring "Pizxiehie" {Wiz rPois MP+9} (You found it on level 6 of a ziggurat)
483973 | Zig:6    | Got a pitted platinum ring
483974 | Zig:6    | Identified the ring of Zoukhlegh {rElec rF+} (You found it on level 6 of a ziggurat)
483987 | Zig:7    | Entered Level 7 of a ziggurat
483987 | Zig:7    | Noticed an ancient lich
483987 | Zig:7    | Noticed an ancient lich
483987 | Zig:7    | Noticed an ancient lich
483987 | Zig:7    | Noticed an ancient lich
483987 | Zig:7    | Noticed an ancient lich
483987 | Zig:7    | Noticed an ancient lich
483987 | Zig:7    | Noticed an ancient lich
483987 | Zig:7    | Noticed an ancient lich
483987 | Zig:7    | Noticed an ancient lich
483987 | Zig:7    | Noticed an ancient lich
483988 | Zig:7    | Killed an ancient lich
483988 | Zig:7    | Killed an ancient lich
483988 | Zig:7    | Killed an ancient lich
483988 | Zig:7    | Killed an ancient lich
483988 | Zig:7    | Killed an ancient lich
483988 | Zig:7    | Killed an ancient lich
483989 | Zig:7    | Noticed an ancient lich
483989 | Zig:7    | Noticed an ancient lich
483989 | Zig:7    | Noticed an ancient lich
483989 | Zig:7    | Killed an ancient lich
483989 | Zig:7    | Killed an ancient lich
483989 | Zig:7    | Killed an ancient lich
483989 | Zig:7    | Killed an ancient lich
483989 | Zig:7    | Killed an ancient lich
483989 | Zig:7    | Killed an ancient lich
483989 | Zig:7    | Killed an ancient lich
483989 | Zig:7    | Noticed an ancient lich
483990 | Zig:7    | Noticed an ancient lich
483991 | Zig:7    | Noticed an ancient lich
483992 | Zig:7    | Noticed an ancient lich
483992 | Zig:7    | Noticed an ancient lich
483992 | Zig:7    | Noticed an ancient lich
483992 | Zig:7    | Noticed an ancient lich
483992 | Zig:7    | Noticed an ancient lich
483992 | Zig:7    | Noticed an ancient lich
483993 | Zig:7    | Noticed an ancient lich
483993 | Zig:7    | Noticed an ancient lich
483993 | Zig:7    | Killed an ancient lich
483995 | Zig:7    | Noticed an ancient lich
483995 | Zig:7    | Killed an ancient lich
483995 | Zig:7    | Killed an ancient lich
483995 | Zig:7    | Killed an ancient lich
483995 | Zig:7    | Killed an ancient lich
483995 | Zig:7    | Killed an ancient lich
483995 | Zig:7    | Killed an ancient lich
483995 | Zig:7    | Killed an ancient lich
483995 | Zig:7    | Killed an ancient lich
483995 | Zig:7    | Killed an ancient lich
483995 | Zig:7    | Killed an ancient lich
483995 | Zig:7    | Killed an ancient lich
483996 | Zig:7    | Noticed an ancient lich
483996 | Zig:7    | Noticed an ancient lich
483996 | Zig:7    | Noticed an ancient lich
483996 | Zig:7    | Noticed an ancient lich
483996 | Zig:7    | Noticed an ancient lich
483996 | Zig:7    | Noticed an ancient lich
483996 | Zig:7    | Noticed an ancient lich
483997 | Zig:7    | Noticed an ancient lich
483998 | Zig:7    | Noticed an ancient lich
483999 | Zig:7    | Noticed an ancient lich
483999 | Zig:7    | Killed an ancient lich
483999 | Zig:7    | Killed an ancient lich
483999 | Zig:7    | Killed an ancient lich
483999 | Zig:7    | Killed an ancient lich
483999 | Zig:7    | Killed an ancient lich
484000 | Zig:7    | Noticed an ancient lich
484001 | Zig:7    | Killed an ancient lich
484001 | Zig:7    | Killed an ancient lich
484001 | Zig:7    | Killed an ancient lich
484002 | Zig:7    | Killed an ancient lich
484002 | Zig:7    | Killed an ancient lich
484002 | Zig:7    | Killed an ancient lich
484004 | Zig:7    | Noticed an ancient lich
484005 | Zig:7    | Killed an ancient lich
484006 | Zig:7    | Killed an ancient lich
484086 | Zig:8    | Entered Level 8 of a ziggurat
484118 | Zig:8    | Got a crude pewter amulet
484119 | Zig:8    | Identified the amulet of Omagokh {Reflect rN+ Str+2 SH+2 SInv} (You found it on level 8 of a ziggurat)
484124 | Zig:8    | Got an ancient amber ring
484126 | Zig:8    | Identified the ring "Qoexoid" {Str+3 Int-4 Dex+6} (You found it on level 8 of a ziggurat)
484212 | Zig:8    | Got a warped bronze ring
484213 | Zig:8    | Identified the ring of Keibb {rC+ MR+ EV+6} (You found it on level 8 of a ziggurat)
484246 | Zig:9    | Entered Level 9 of a ziggurat
484246 | Zig:9    | Noticed an ancient lich
484246 | Zig:9    | Noticed an ancient lich
484246 | Zig:9    | Noticed an ancient lich
484246 | Zig:9    | Noticed an ancient lich
484246 | Zig:9    | Noticed an ancient lich
484246 | Zig:9    | Noticed an ancient lich
484246 | Zig:9    | Noticed an ancient lich
484246 | Zig:9    | Noticed an ancient lich
484246 | Zig:9    | Noticed an ancient lich
484246 | Zig:9    | Noticed an ancient lich
484246 | Zig:9    | Noticed an ancient lich
484246 | Zig:9    | Noticed an ancient lich
484246 | Zig:9    | Noticed an ancient lich
484246 | Zig:9    | Noticed an ancient lich
484246 | Zig:9    | Noticed an ancient lich
484247 | Zig:9    | Killed an ancient lich
484247 | Zig:9    | Killed an ancient lich
484247 | Zig:9    | Killed an ancient lich
484247 | Zig:9    | Killed an ancient lich
484247 | Zig:9    | Killed an ancient lich
484248 | Zig:9    | Noticed an ancient lich
484248 | Zig:9    | Killed an ancient lich
484248 | Zig:9    | Killed an ancient lich
484248 | Zig:9    | Killed an ancient lich
484248 | Zig:9    | Killed an ancient lich
484248 | Zig:9    | Killed an ancient lich
484248 | Zig:9    | Killed an ancient lich
484248 | Zig:9    | Killed an ancient lich
484248 | Zig:9    | Killed an ancient lich
484248 | Zig:9    | Killed an ancient lich
484248 | Zig:9    | Killed an ancient lich
484249 | Zig:9    | Noticed an ancient lich
484249 | Zig:9    | Noticed an ancient lich
484250 | Zig:9    | Noticed an ancient lich
484250 | Zig:9    | Noticed an ancient lich
484251 | Zig:9    | Noticed an ancient lich
484251 | Zig:9    | Noticed an ancient lich
484251 | Zig:9    | Killed an ancient lich
484253 | Zig:9    | Noticed an ancient lich
484253 | Zig:9    | Noticed an ancient lich
484253 | Zig:9    | Noticed an ancient lich
484253 | Zig:9    | Noticed an ancient lich
484253 | Zig:9    | Noticed an ancient lich
484254 | Zig:9    | Noticed an ancient lich
484254 | Zig:9    | Noticed an ancient lich
484254 | Zig:9    | Noticed an ancient lich
484254 | Zig:9    | Noticed an ancient lich
484254 | Zig:9    | Noticed an ancient lich
484254 | Zig:9    | Noticed an ancient lich
484254 | Zig:9    | Killed an ancient lich
484254 | Zig:9    | Killed an ancient lich
484255 | Zig:9    | Noticed an ancient lich
484255 | Zig:9    | Noticed an ancient lich
484255 | Zig:9    | Noticed an ancient lich
484255 | Zig:9    | Noticed an ancient lich
484255 | Zig:9    | Noticed an ancient lich
484255 | Zig:9    | Noticed an ancient lich
484255 | Zig:9    | Noticed an ancient lich
484255 | Zig:9    | Killed an ancient lich
484255 | Zig:9    | Killed an ancient lich
484255 | Zig:9    | Killed an ancient lich
484255 | Zig:9    | Killed an ancient lich
484255 | Zig:9    | Killed an ancient lich
484255 | Zig:9    | Killed an ancient lich
484256 | Zig:9    | Noticed an ancient lich
484256 | Zig:9    | Noticed an ancient lich
484256 | Zig:9    | Noticed an ancient lich
484256 | Zig:9    | Noticed an ancient lich
484256 | Zig:9    | Noticed an ancient lich
484256 | Zig:9    | Killed an ancient lich
484257 | Zig:9    | Noticed an ancient lich
484257 | Zig:9    | Noticed an ancient lich
484257 | Zig:9    | Noticed an ancient lich
484257 | Zig:9    | Killed an ancient lich
484258 | Zig:9    | Killed an ancient lich
484258 | Zig:9    | Killed an ancient lich
484258 | Zig:9    | Killed an ancient lich
484258 | Zig:9    | Killed an ancient lich
484258 | Zig:9    | Killed an ancient lich
484258 | Zig:9    | Killed an ancient lich
484258 | Zig:9    | Killed an ancient lich
484258 | Zig:9    | Killed an ancient lich
484258 | Zig:9    | Killed an ancient lich
484258 | Zig:9    | Killed an ancient lich
484258 | Zig:9    | Killed an ancient lich
484258 | Zig:9    | Killed an ancient lich
484258 | Zig:9    | Killed an ancient lich
484258 | Zig:9    | Killed an ancient lich
484258 | Zig:9    | Killed an ancient lich
484259 | Zig:9    | Noticed an ancient lich
484259 | Zig:9    | Noticed an ancient lich
484259 | Zig:9    | Noticed an ancient lich
484259 | Zig:9    | Noticed an ancient lich
484259 | Zig:9    | Noticed an ancient lich
484260 | Zig:9    | Noticed an ancient lich
484260 | Zig:9    | Killed an ancient lich
484260 | Zig:9    | Killed an ancient lich
484260 | Zig:9    | Killed an ancient lich
484260 | Zig:9    | Killed an ancient lich
484260 | Zig:9    | Killed an ancient lich
484260 | Zig:9    | Killed an ancient lich
484261 | Zig:9    | Noticed an ancient lich
484261 | Zig:9    | Noticed an ancient lich
484261 | Zig:9    | Noticed an ancient lich
484261 | Zig:9    | Killed an ancient lich
484262 | Zig:9    | Killed an ancient lich
484262 | Zig:9    | Killed an ancient lich
484263 | Zig:9    | Noticed an ancient lich
484263 | Zig:9    | Killed an ancient lich
484263 | Zig:9    | Killed an ancient lich
484263 | Zig:9    | Killed an ancient lich
484264 | Zig:9    | Killed an ancient lich
484265 | Zig:9    | Noticed an ancient lich
484265 | Zig:9    | Killed an ancient lich
484265 | Zig:9    | Killed an ancient lich
484266 | Zig:9    | Killed an ancient lich
484266 | Zig:9    | Killed an ancient lich
484269 | Zig:9    | Killed an ancient lich
484276 | Zig:9    | Got a bound golden ring
484278 | Zig:9    | Identified the ring of the Rose {rElec AC+1} (You found it on level 9 of a ziggurat)
484282 | Zig:9    | Got a fine turquoise ring
484283 | Zig:9    | Identified the cursed ring "Anymmoli" {+Fly rF+ EV-2} (You found it on level 9 of a ziggurat)
484380 | Zig:10   | Entered Level 10 of a ziggurat
484580 | Zig:10   | Identified the +1 crystal plate armour "Xenubb" {rElec Str-2 Int+2 Slay+3} (You found it on level 10 of a ziggurat)
484612 | Zig:11   | Entered Level 11 of a ziggurat
484612 | Zig:11   | Noticed a juggernaut
484612 | Zig:11   | Noticed a juggernaut
484612 | Zig:11   | Noticed a juggernaut
484612 | Zig:11   | Noticed a juggernaut
484612 | Zig:11   | Noticed a juggernaut
484612 | Zig:11   | Noticed a juggernaut
484612 | Zig:11   | Noticed a juggernaut
484612 | Zig:11   | Noticed a juggernaut
484612 | Zig:11   | Noticed a juggernaut
484612 | Zig:11   | Noticed a juggernaut
484612 | Zig:11   | Noticed a juggernaut
484612 | Zig:11   | Noticed a juggernaut
484612 | Zig:11   | Noticed a juggernaut
484614 | Zig:11   | Noticed a juggernaut
484616 | Zig:11   | Noticed a juggernaut
484618 | Zig:11   | Killed a juggernaut
484618 | Zig:11   | Killed a juggernaut
484618 | Zig:11   | Killed a juggernaut
484618 | Zig:11   | Killed a juggernaut
484618 | Zig:11   | Killed a juggernaut
484618 | Zig:11   | Killed a juggernaut
484618 | Zig:11   | Killed a juggernaut
484618 | Zig:11   | Killed a juggernaut
484618 | Zig:11   | Killed a juggernaut
484618 | Zig:11   | Killed a juggernaut
484619 | Zig:11   | Noticed a juggernaut
484619 | Zig:11   | Killed a juggernaut
484619 | Zig:11   | Killed a juggernaut
484619 | Zig:11   | Killed a juggernaut
484619 | Zig:11   | Killed a juggernaut
484619 | Zig:11   | Killed a juggernaut
484620 | Zig:11   | Noticed a juggernaut
484620 | Zig:11   | Noticed a juggernaut
484621 | Zig:11   | Noticed a juggernaut
484621 | Zig:11   | Noticed a juggernaut
484621 | Zig:11   | Noticed a juggernaut
484621 | Zig:11   | Noticed a juggernaut
484621 | Zig:11   | Noticed a juggernaut
484621 | Zig:11   | Noticed a juggernaut
484621 | Zig:11   | Noticed a juggernaut
484621 | Zig:11   | Noticed a juggernaut
484621 | Zig:11   | Noticed a juggernaut
484621 | Zig:11   | Noticed a juggernaut
484622 | Zig:11   | Noticed a juggernaut
484622 | Zig:11   | Noticed a juggernaut
484623 | Zig:11   | Noticed a juggernaut
484624 | Zig:11   | Noticed a juggernaut
484627 | Zig:11   | Noticed a juggernaut
484628 | Zig:11   | Killed a juggernaut
484628 | Zig:11   | Killed a juggernaut
484628 | Zig:11   | Killed a juggernaut
484628 | Zig:11   | Killed a juggernaut
484628 | Zig:11   | Killed a juggernaut
484628 | Zig:11   | Killed a juggernaut
484628 | Zig:11   | Killed a juggernaut
484628 | Zig:11   | Killed a juggernaut
484628 | Zig:11   | Killed a juggernaut
484628 | Zig:11   | Killed a juggernaut
484628 | Zig:11   | Killed a juggernaut
484628 | Zig:11   | Killed a juggernaut
484628 | Zig:11   | Killed a juggernaut
484628 | Zig:11   | Killed a juggernaut
484628 | Zig:11   | Killed a juggernaut
484628 | Zig:11   | Killed a juggernaut
484628 | Zig:11   | Killed a juggernaut
484629 | Zig:11   | Noticed a juggernaut
484629 | Zig:11   | Noticed a juggernaut
484629 | Zig:11   | Noticed a juggernaut
484629 | Zig:11   | Noticed a juggernaut
484629 | Zig:11   | Noticed a juggernaut
484630 | Zig:11   | Noticed a juggernaut
484630 | Zig:11   | Noticed a juggernaut
484631 | Zig:11   | Noticed a juggernaut
484634 | Zig:11   | Noticed a juggernaut
484635 | Zig:11   | Killed a juggernaut
484635 | Zig:11   | Killed a juggernaut
484635 | Zig:11   | Killed a juggernaut
484635 | Zig:11   | Killed a juggernaut
484635 | Zig:11   | Killed a juggernaut
484635 | Zig:11   | Killed a juggernaut
484635 | Zig:11   | Killed a juggernaut
484635 | Zig:11   | Killed a juggernaut
484635 | Zig:11   | Killed a juggernaut
484635 | Zig:11   | Killed a juggernaut
484637 | Zig:11   | Noticed a juggernaut
484637 | Zig:11   | Noticed a juggernaut
484645 | Zig:11   | Killed a juggernaut
484645 | Zig:11   | Killed a juggernaut
484820 | Zig:12   | Entered Level 12 of a ziggurat
484897 | Zig:12   | Got a steaming copper ring
484899 | Zig:12   | Identified the ring "Haghe" {MR++ Stlth-} (You found it on level 12 of a ziggurat)
484916 | Zig:12   | Got a vibrating amber ring
484917 | Zig:12   | Identified the ring "Nuen" {rN++ Str+4 Stlth+} (You found it on level 12 of a ziggurat)
484929 | Zig:12   | Got a clouded glass ring
484930 | Zig:12   | Identified the ring of Wecret {MR+ AC+1 Dex+2} (You found it on level 12 of a ziggurat)
485014 | Zig:13   | Entered Level 13 of a ziggurat
485054 | Zig:13   | Got a transparent amber ring
485066 | Zig:13   | Got a shimmering amber ring
485068 | Zig:13   | Identified the ring of Xytid {rPois rC+ Int+4} (You found it on level 13 of a ziggurat)
485071 | Zig:13   | Identified the ring "Deyn" {rCorr rElec rF++ rN+ Dex-3} (You found it on level 13 of a ziggurat)
485229 | Zig:13   | Identified Kaaphel's Grimoire of Poisoning and the Rocks
485248 | Zig:13   | Identified the quicksilver dragon scales of the Commoners {+Fly rElec MR+ Str+3 Dex-2} (You found it on level 13 of a ziggurat)
485275 | Zig:14   | Entered Level 14 of a ziggurat
485411 | Zig:14   | Got a sparkling wooden ring
485413 | Zig:14   | Identified the ring "Lyocot" {rPois rN+ Slay+3} (You found it on level 14 of a ziggurat)
485425 | Zig:14   | Got an ancient marble ring
485426 | Zig:14   | Identified the cursed ring of the Crown {rPois Str-2} (You found it on level 14 of a ziggurat)
485428 | Zig:14   | Identified Sif Muna's Incunabulum of Helpful Companions
485435 | Zig:14   | Got a clouded bone ring
485436 | Zig:14   | Identified the ring of Fedhas's Envy {rF+ Int+4} (You found it on level 14 of a ziggurat)
485442 | Zig:14   | Got a sparkling lapis lazuli ring
485443 | Zig:14   | Identified the ring of the Priest {MP+9 Str+2 Int-5 Dex+4} (You found it on level 14 of a ziggurat)
485527 | Zig:14   | Identified the quicksilver dragon scales of the Land of Plenty {rF+++ rC- MR+ rCorr MP-9} (You found it on level 14 of a ziggurat)
485567 | Zig:15   | Entered Level 15 of a ziggurat
485652 | Zig:15   | Got a clouded tin ring
485656 | Zig:15   | Identified the ring "Niograq" {+Fly rF+ MR+} (You found it on level 15 of a ziggurat)
485761 | Zig:16   | Entered Level 16 of a ziggurat
486096 | Zig:16   | Identified Sif Muna's Guide on Calling and Attacks
486101 | Zig:16   | Got a transparent lapis lazuli ring
486103 | Zig:16   | Identified the ring "Lukoczyo" {rElec rF+ rC+ rN+ Dex+3} (You found it on level 16 of a ziggurat)
486138 | Zig:17   | Entered Level 17 of a ziggurat
486138 | Zig:17   | Noticed an ancient lich
486138 | Zig:17   | Noticed an ancient lich
486138 | Zig:17   | Noticed an ancient lich
486138 | Zig:17   | Noticed an ancient lich
486138 | Zig:17   | Noticed an ancient lich
486138 | Zig:17   | Noticed an ancient lich
486138 | Zig:17   | Noticed an ancient lich
486138 | Zig:17   | Noticed an ancient lich
486138 | Zig:17   | Noticed an ancient lich
486138 | Zig:17   | Noticed an ancient lich
486138 | Zig:17   | Noticed an ancient lich
486138 | Zig:17   | Noticed an ancient lich
486138 | Zig:17   | Noticed an ancient lich
486139 | Zig:17   | Killed an ancient lich
486139 | Zig:17   | Killed an ancient lich
486139 | Zig:17   | Killed an ancient lich
486139 | Zig:17   | Killed an ancient lich
486139 | Zig:17   | Killed an ancient lich
486139 | Zig:17   | Killed an ancient lich
486139 | Zig:17   | Killed an ancient lich
486140 | Zig:17   | Noticed an ancient lich
486140 | Zig:17   | Killed an ancient lich
486140 | Zig:17   | Killed an ancient lich
486140 | Zig:17   | Killed an ancient lich
486140 | Zig:17   | Killed an ancient lich
486140 | Zig:17   | Killed an ancient lich
486140 | Zig:17   | Killed an ancient lich
486141 | Zig:17   | Killed an ancient lich
486142 | Zig:17   | Noticed an ancient lich
486142 | Zig:17   | Noticed an ancient lich
486144 | Zig:17   | Killed an ancient lich
486146 | Zig:17   | Noticed an ancient lich
486146 | Zig:17   | Noticed an ancient lich
486146 | Zig:17   | Killed an ancient lich
486147 | Zig:17   | Noticed an ancient lich
486148 | Zig:17   | Noticed an ancient lich
486149 | Zig:17   | Noticed an ancient lich
486150 | Zig:17   | Killed an ancient lich
486150 | Zig:17   | Killed an ancient lich
486150 | Zig:17   | Killed an ancient lich
486151 | Zig:17   | Noticed an ancient lich
486151 | Zig:17   | Killed an ancient lich
486151 | Zig:17   | Killed an ancient lich
486151 | Zig:17   | Killed an ancient lich
486152 | Zig:17   | Noticed an ancient lich
486153 | Zig:17   | Killed an ancient lich
486154 | Zig:17   | Noticed an ancient lich
486154 | Zig:17   | Noticed an ancient lich
486154 | Zig:17   | Noticed an ancient lich
486154 | Zig:17   | Noticed an ancient lich
486154 | Zig:17   | Killed an ancient lich
486154 | Zig:17   | Killed an ancient lich
486154 | Zig:17   | Killed an ancient lich
486155 | Zig:17   | Noticed an ancient lich
486155 | Zig:17   | Noticed an ancient lich
486157 | Zig:17   | Noticed an ancient lich
486157 | Zig:17   | Killed an ancient lich
486157 | Zig:17   | Killed an ancient lich
486157 | Zig:17   | Killed an ancient lich
486158 | Zig:17   | Noticed an ancient lich
486159 | Zig:17   | Noticed an ancient lich
486159 | Zig:17   | Killed an ancient lich
486160 | Zig:17   | Noticed an ancient lich
486160 | Zig:17   | Noticed an ancient lich
486160 | Zig:17   | Killed an ancient lich
486160 | Zig:17   | Killed an ancient lich
486161 | Zig:17   | Noticed an ancient lich
486161 | Zig:17   | Noticed an ancient lich
486162 | Zig:17   | Killed an ancient lich
486162 | Zig:17   | Killed an ancient lich
486162 | Zig:17   | Killed an ancient lich
486163 | Zig:17   | Noticed an ancient lich
486163 | Zig:17   | Killed an ancient lich
486164 | Zig:17   | Noticed an ancient lich
486165 | Zig:17   | Killed an ancient lich
486166 | Zig:17   | Noticed an ancient lich
486166 | Zig:17   | Killed an ancient lich
486169 | Zig:17   | Noticed an ancient lich
486170 | Zig:17   | Noticed an ancient lich
486170 | Zig:17   | Noticed an ancient lich
486173 | Zig:17   | Killed an ancient lich
486173 | Zig:17   | Killed an ancient lich
486173 | Zig:17   | Killed an ancient lich
486173 | Zig:17   | Killed an ancient lich
486174 | Zig:17   | Noticed an ancient lich
486174 | Zig:17   | Noticed an ancient lich
486174 | Zig:17   | Noticed an ancient lich
486175 | Zig:17   | Noticed an ancient lich
486176 | Zig:17   | Noticed an ancient lich
486176 | Zig:17   | Killed an ancient lich
486176 | Zig:17   | Killed an ancient lich
486176 | Zig:17   | Killed an ancient lich
486177 | Zig:17   | Noticed an ancient lich
486177 | Zig:17   | Killed an ancient lich
486177 | Zig:17   | Killed an ancient lich
486177 | Zig:17   | Killed an ancient lich
486178 | Zig:17   | Noticed an ancient lich
486178 | Zig:17   | Noticed an ancient lich
486179 | Zig:17   | Noticed an ancient lich
486179 | Zig:17   | Killed an ancient lich
486181 | Zig:17   | Killed an ancient lich
486181 | Zig:17   | Killed an ancient lich
486182 | Zig:17   | Noticed an ancient lich
486183 | Zig:17   | Noticed an ancient lich
486184 | Zig:17   | Noticed an ancient lich
486184 | Zig:17   | Noticed an ancient lich
486184 | Zig:17   | Killed an ancient lich
486184 | Zig:17   | Killed an ancient lich
486185 | Zig:17   | Killed an ancient lich
486185 | Zig:17   | Killed an ancient lich
486185 | Zig:17   | Killed an ancient lich
486186 | Zig:17   | Noticed an ancient lich
486186 | Zig:17   | Noticed an ancient lich
486186 | Zig:17   | Noticed an ancient lich
486187 | Zig:17   | Killed an ancient lich
486188 | Zig:17   | Noticed an ancient lich
486188 | Zig:17   | Noticed an ancient lich
486189 | Zig:17   | Killed an ancient lich
486189 | Zig:17   | Killed an ancient lich
486189 | Zig:17   | Killed an ancient lich
486190 | Zig:17   | Noticed an ancient lich
486190 | Zig:17   | Killed an ancient lich
486190 | Zig:17   | Killed an ancient lich
486191 | Zig:17   | Noticed an ancient lich
486192 | Zig:17   | Noticed an ancient lich
486192 | Zig:17   | Killed an ancient lich
486193 | Zig:17   | Noticed an ancient lich
486193 | Zig:17   | Killed an ancient lich
486195 | Zig:17   | Killed an ancient lich
486198 | Zig:17   | Noticed an ancient lich
486198 | Zig:17   | Killed an ancient lich
486201 | Zig:17   | Noticed an ancient lich
486201 | Zig:17   | Killed an ancient lich
486202 | Zig:17   | Noticed an ancient lich
486202 | Zig:17   | Killed an ancient lich
486204 | Zig:17   | Noticed an ancient lich
486204 | Zig:17   | Noticed an ancient lich
486206 | Zig:17   | Killed an ancient lich
486207 | Zig:17   | Noticed an ancient lich
486207 | Zig:17   | Killed an ancient lich
486207 | Zig:17   | Killed an ancient lich
486228 | Zig:17   | Noticed an ancient lich
486229 | Zig:17   | Killed an ancient lich
486275 | Zig:17   | Got a brightly glowing steel ring
486277 | Zig:17   | Identified the ring of Tesebowy {rN+ MR+ SInv} (You found it on level 17 of a ziggurat)
486441 | Zig:18   | Entered Level 18 of a ziggurat
486441 | Zig:18   | Noticed a juggernaut
486441 | Zig:18   | Noticed a juggernaut
486441 | Zig:18   | Noticed a juggernaut
486441 | Zig:18   | Noticed a juggernaut
486441 | Zig:18   | Noticed a juggernaut
486441 | Zig:18   | Noticed a juggernaut
486441 | Zig:18   | Noticed a juggernaut
486441 | Zig:18   | Noticed a juggernaut
486441 | Zig:18   | Noticed a juggernaut
486441 | Zig:18   | Noticed a juggernaut
486441 | Zig:18   | Noticed a juggernaut
486441 | Zig:18   | Noticed a juggernaut
486441 | Zig:18   | Noticed a juggernaut
486441 | Zig:18   | Noticed a juggernaut
486441 | Zig:18   | Noticed a juggernaut
486441 | Zig:18   | Noticed a juggernaut
486441 | Zig:18   | Noticed a juggernaut
486441 | Zig:18   | Noticed a juggernaut
486441 | Zig:18   | Noticed a juggernaut
486444 | Zig:18   | Noticed a juggernaut
486446 | Zig:18   | Noticed a juggernaut
486450 | Zig:18   | Killed a juggernaut
486450 | Zig:18   | Killed a juggernaut
486450 | Zig:18   | Killed a juggernaut
486450 | Zig:18   | Killed a juggernaut
486450 | Zig:18   | Killed a juggernaut
486450 | Zig:18   | Killed a juggernaut
486450 | Zig:18   | Killed a juggernaut
486450 | Zig:18   | Killed a juggernaut
486450 | Zig:18   | Killed a juggernaut
486450 | Zig:18   | Killed a juggernaut
486450 | Zig:18   | Killed a juggernaut
486450 | Zig:18   | Killed a juggernaut
486450 | Zig:18   | Killed a juggernaut
486450 | Zig:18   | Killed a juggernaut
486450 | Zig:18   | Killed a juggernaut
486450 | Zig:18   | Killed a juggernaut
486450 | Zig:18   | Killed a juggernaut
486450 | Zig:18   | Killed a juggernaut
486450 | Zig:18   | Killed a juggernaut
486450 | Zig:18   | Killed a juggernaut
486450 | Zig:18   | Killed a juggernaut
486451 | Zig:18   | Noticed a juggernaut
486451 | Zig:18   | Noticed a juggernaut
486451 | Zig:18   | Noticed a juggernaut
486451 | Zig:18   | Noticed a juggernaut
486451 | Zig:18   | Noticed a juggernaut
486451 | Zig:18   | Noticed a juggernaut
486452 | Zig:18   | Noticed a juggernaut
486454 | Zig:18   | Noticed a juggernaut
486454 | Zig:18   | Noticed a juggernaut
486455 | Zig:18   | Noticed a juggernaut
486455 | Zig:18   | Noticed a juggernaut
486457 | Zig:18   | Noticed a juggernaut
486457 | Zig:18   | Killed a juggernaut
486457 | Zig:18   | Killed a juggernaut
486457 | Zig:18   | Killed a juggernaut
486457 | Zig:18   | Killed a juggernaut
486457 | Zig:18   | Killed a juggernaut
486457 | Zig:18   | Killed a juggernaut
486457 | Zig:18   | Killed a juggernaut
486457 | Zig:18   | Killed a juggernaut
486457 | Zig:18   | Killed a juggernaut
486457 | Zig:18   | Killed a juggernaut
486457 | Zig:18   | Killed a juggernaut
486458 | Zig:18   | Noticed a juggernaut
486458 | Zig:18   | Noticed a juggernaut
486458 | Zig:18   | Noticed a juggernaut
486459 | Zig:18   | Noticed a juggernaut
486459 | Zig:18   | Noticed a juggernaut
486459 | Zig:18   | Noticed a juggernaut
486459 | Zig:18   | Killed a juggernaut
486461 | Zig:18   | Noticed a juggernaut
486461 | Zig:18   | Noticed a juggernaut
486462 | Zig:18   | Noticed a juggernaut
486463 | Zig:18   | Noticed a juggernaut
486463 | Zig:18   | Noticed a juggernaut
486464 | Zig:18   | Noticed a juggernaut
486465 | Zig:18   | Noticed a juggernaut
486467 | Zig:18   | Noticed a juggernaut
486467 | Zig:18   | Noticed a juggernaut
486468 | Zig:18   | Noticed a juggernaut
486468 | Zig:18   | Noticed a juggernaut
486473 | Zig:18   | Noticed a juggernaut
486473 | Zig:18   | Killed a juggernaut
486474 | Zig:18   | Killed a juggernaut
486474 | Zig:18   | Killed a juggernaut
486474 | Zig:18   | Killed a juggernaut
486474 | Zig:18   | Killed a juggernaut
486474 | Zig:18   | Killed a juggernaut
486474 | Zig:18   | Killed a juggernaut
486474 | Zig:18   | Killed a juggernaut
486474 | Zig:18   | Killed a juggernaut
486474 | Zig:18   | Killed a juggernaut
486474 | Zig:18   | Killed a juggernaut
486474 | Zig:18   | Killed a juggernaut
486474 | Zig:18   | Killed a juggernaut
486474 | Zig:18   | Killed a juggernaut
486474 | Zig:18   | Killed a juggernaut
486474 | Zig:18   | Killed a juggernaut
486474 | Zig:18   | Killed a juggernaut
486474 | Zig:18   | Killed a juggernaut
486475 | Zig:18   | Noticed a juggernaut
486475 | Zig:18   | Noticed a juggernaut
486475 | Zig:18   | Noticed a juggernaut
486476 | Zig:18   | Noticed a juggernaut
486476 | Zig:18   | Noticed a juggernaut
486476 | Zig:18   | Noticed a juggernaut
486476 | Zig:18   | Noticed a juggernaut
486476 | Zig:18   | Noticed a juggernaut
486476 | Zig:18   | Noticed a juggernaut
486476 | Zig:18   | Noticed a juggernaut
486477 | Zig:18   | Noticed a juggernaut
486477 | Zig:18   | Noticed a juggernaut
486477 | Zig:18   | Noticed a juggernaut
486478 | Zig:18   | Noticed a juggernaut
486479 | Zig:18   | Noticed a juggernaut
486479 | Zig:18   | Noticed a juggernaut
486479 | Zig:18   | Noticed a juggernaut
486480 | Zig:18   | Noticed a juggernaut
486480 | Zig:18   | Noticed a juggernaut
486481 | Zig:18   | Noticed a juggernaut
486482 | Zig:18   | Killed a juggernaut
486482 | Zig:18   | Killed a juggernaut
486482 | Zig:18   | Killed a juggernaut
486482 | Zig:18   | Killed a juggernaut
486482 | Zig:18   | Killed a juggernaut
486482 | Zig:18   | Killed a juggernaut
486482 | Zig:18   | Killed a juggernaut
486482 | Zig:18   | Killed a juggernaut
486482 | Zig:18   | Killed a juggernaut
486482 | Zig:18   | Killed a juggernaut
486482 | Zig:18   | Killed a juggernaut
486482 | Zig:18   | Killed a juggernaut
486482 | Zig:18   | Killed a juggernaut
486482 | Zig:18   | Killed a juggernaut
486482 | Zig:18   | Killed a juggernaut
486482 | Zig:18   | Killed a juggernaut
486482 | Zig:18   | Killed a juggernaut
486482 | Zig:18   | Killed a juggernaut
486483 | Zig:18   | Noticed a juggernaut
486483 | Zig:18   | Noticed a juggernaut
486486 | Zig:18   | Noticed a juggernaut
486486 | Zig:18   | Noticed a juggernaut
486487 | Zig:18   | Noticed a juggernaut
486488 | Zig:18   | Noticed a juggernaut
486490 | Zig:18   | Killed a juggernaut
486492 | Zig:18   | Killed a juggernaut
486492 | Zig:18   | Killed a juggernaut
486492 | Zig:18   | Killed a juggernaut
486492 | Zig:18   | Killed a juggernaut
486492 | Zig:18   | Killed a juggernaut
486492 | Zig:18   | Killed a juggernaut
486492 | Zig:18   | Killed a juggernaut
486493 | Zig:18   | Noticed a juggernaut
486494 | Zig:18   | Noticed a juggernaut
486494 | Zig:18   | Noticed a juggernaut
486494 | Zig:18   | Noticed a juggernaut
486496 | Zig:18   | Noticed a juggernaut
486506 | Zig:18   | Killed a juggernaut
486506 | Zig:18   | Killed a juggernaut
486506 | Zig:18   | Killed a juggernaut
486506 | Zig:18   | Killed a juggernaut
486506 | Zig:18   | Killed a juggernaut
486517 | Zig:18   | Noticed a juggernaut
486517 | Zig:18   | Noticed a juggernaut
486517 | Zig:18   | Noticed a juggernaut
486517 | Zig:18   | Noticed a juggernaut
486518 | Zig:18   | Noticed a juggernaut
486519 | Zig:18   | Noticed a juggernaut
486526 | Zig:18   | Killed a juggernaut
486527 | Zig:18   | Killed a juggernaut
486527 | Zig:18   | Killed a juggernaut
486527 | Zig:18   | Killed a juggernaut
486527 | Zig:18   | Killed a juggernaut
486527 | Zig:18   | Killed a juggernaut
486528 | Zig:18   | Noticed a juggernaut
486534 | Zig:18   | Noticed a juggernaut
486536 | Zig:18   | Killed a juggernaut
486536 | Zig:18   | Killed a juggernaut
486727 | Zig:18   | Got a glittering granite ring
486729 | Zig:18   | Identified the ring of Baekk {+Fly rC- MR+++ Dex+5} (You found it on level 18 of a ziggurat)
486756 | Zig:18   | Got a steaming ivory ring
486757 | Zig:18   | Identified the ring "Mozak" {AC+4 Str+2} (You found it on level 18 of a ziggurat)
486785 | Zig:18   | Identified the Collected Works on Enchanting Protection
486790 | Zig:18   | Identified the +7 broad axe of Subterfuge {drain, +Rage rElec rF++ rC-} (You found it on level 18 of a ziggurat)
486831 | Zig:19   | Entered Level 19 of a ziggurat
486948 | Zig:19   | Got a heavily runed turquoise ring
486950 | Zig:19   | Identified the ring of Qaec {-Tele Dex+4 Slay+3 SInv} (You found it on level 19 of a ziggurat)
486974 | Zig:19   | Identified Cuceusyl's Reference Book on Aerial Snow
486988 | Zig:19   | Got a scintillating copper ring
486989 | Zig:19   | Identified the ring "Qakikhu" {+Fly rElec rC+ Str+3} (You found it on level 19 of a ziggurat)
486997 | Zig:19   | Identified Sif Muna's Grimoire of Companions and the Traveller
487155 | Zig:20   | Entered Level 20 of a ziggurat
487231 | Zig:20   | Paralysed by a floating eye for 2 turns
487299 | Zig:20   | Got a heavily runed platinum ring
487301 | Zig:20   | Identified the ring "Jimm" {rF+ rC- rN+ Dex+2} (You found it on level 20 of a ziggurat)
487308 | Zig:20   | Got a shimmering pewter ring
487309 | Zig:20   | Identified the ring "Bino" {MR+ SInv} (You found it on level 20 of a ziggurat)
487316 | Zig:20   | Got a slimy ivory amulet
487317 | Zig:20   | Identified the amulet "Polisuz" {Reflect Slay+3 SH+3 SInv} (You found it on level 20 of a ziggurat)
487339 | Zig:20   | Got a twitching steel ring
487341 | Zig:20   | Identified the ring of Vaaczeda {+Fly Stlth-} (You found it on level 20 of a ziggurat)
487363 | Zig:20   | Got a faintly glowing amethyst amulet
487364 | Zig:20   | Identified the amulet "Zaocs" {Harm *Drain Dex+4} (You found it on level 20 of a ziggurat)
487367 | Zig:20   | Got a shimmering bronze ring
487368 | Zig:20   | Identified the ring of Amelioration {rC+ Dex-4 SInv Stlth+} (You found it on level 20 of a ziggurat)
487426 | Zig:21   | Entered Level 21 of a ziggurat
487620 | Zig:21   | Identified the cursed -1 pair of boots of Trog {MR- Int+2 Dex+4} (You found it on level 21 of a ziggurat)
487623 | Zig:21   | Got a fine ruby amulet
487624 | Zig:21   | Identified the amulet "Kiuha" {Spirit rPois rC+} (You found it on level 21 of a ziggurat)
487629 | Zig:21   | Got a wavering brass ring
487631 | Zig:21   | Identified the ring "Jukhlea" {+Fly rF++ MP+9} (You found it on level 21 of a ziggurat)
487636 | Zig:21   | Identified the +2 hat of Immorality {Slay+3 SInv} (You found it on level 21 of a ziggurat)
487638 | Zig:21   | Identified the +4 pearl dragon scales of the Doldrums {+Blink rN+ rCorr Str-4 Dex+3} (You found it on level 21 of a ziggurat)
487644 | Zig:21   | Identified the Catalogue of Helpful Venom
487666 | Zig:21   | Got a transparent iron ring
487667 | Zig:21   | Identified the ring of the Illusory Moons {+Fly MR+ Int+4} (You found it on level 21 of a ziggurat)
487807 | Zig:21   | Identified the cursed quicksilver dragon scales "Wutrum" {MR+ Int+7 Dex+3 Stlth-} (You found it on level 21 of a ziggurat)
487867 | Zig:22   | Entered Level 22 of a ziggurat
488036 | Zig:22   | Identified the +9 broad axe "Xozy" {freeze, rF+ Int+3} (You found it on level 22 of a ziggurat)
488038 | Zig:22   | Identified the +5 helmet of Mous {rPois rF+ MR+++ Int-4} (You found it on level 22 of a ziggurat)
488052 | Zig:22   | Identified the cursed -5 helmet of the Bard {rF+ rN+ Str+3} (You found it on level 22 of a ziggurat)
488061 | Zig:22   | Got a coiled brass ring
488063 | Zig:22   | Identified the ring of Ruemalex {Ice rPois} (You found it on level 22 of a ziggurat)
488067 | Zig:22   | Got a vibrating brass ring
488068 | Zig:22   | Identified the ring "Gobuecag" {rC+ Dex+4} (You found it on level 22 of a ziggurat)
488072 | Zig:22   | Got a vibrating glass ring
488073 | Zig:22   | Identified the ring of Plog {+Fly Dex+5} (You found it on level 22 of a ziggurat)
488082 | Zig:22   | Got a flickering steel ring
488083 | Zig:22   | Identified the ring "Biysmeg" {+Fly Dex+6 SInv} (You found it on level 22 of a ziggurat)
488096 | Zig:22   | Got a scorched bronze ring
488097 | Zig:22   | Identified the ring "Ehaseli" {rCorr +Fly rN+} (You found it on level 22 of a ziggurat)
488176 | Zig:23   | Entered Level 23 of a ziggurat
488176 | Zig:23   | Noticed an ancient lich
488176 | Zig:23   | Noticed an ancient lich
488176 | Zig:23   | Noticed an ancient lich
488176 | Zig:23   | Noticed an ancient lich
488176 | Zig:23   | Noticed an ancient lich
488176 | Zig:23   | Noticed an ancient lich
488176 | Zig:23   | Noticed an ancient lich
488176 | Zig:23   | Noticed an ancient lich
488176 | Zig:23   | Noticed an ancient lich
488176 | Zig:23   | Noticed an ancient lich
488176 | Zig:23   | Noticed an ancient lich
488176 | Zig:23   | Noticed an ancient lich
488176 | Zig:23   | Noticed an ancient lich
488176 | Zig:23   | Noticed an ancient lich
488176 | Zig:23   | Noticed an ancient lich
488176 | Zig:23   | Noticed an ancient lich
488176 | Zig:23   | Noticed an ancient lich
488176 | Zig:23   | Noticed an ancient lich
488176 | Zig:23   | Noticed an ancient lich
488176 | Zig:23   | Noticed an ancient lich
488176 | Zig:23   | Noticed an ancient lich
488177 | Zig:23   | Killed an ancient lich
488177 | Zig:23   | Killed an ancient lich
488177 | Zig:23   | Killed an ancient lich
488177 | Zig:23   | Killed an ancient lich
488177 | Zig:23   | Killed an ancient lich
488177 | Zig:23   | Killed an ancient lich
488177 | Zig:23   | Killed an ancient lich
488177 | Zig:23   | Killed an ancient lich
488177 | Zig:23   | Noticed an ancient lich
488177 | Zig:23   | Noticed an ancient lich
488178 | Zig:23   | Noticed an ancient lich
488178 | Zig:23   | Noticed an ancient lich
488178 | Zig:23   | Noticed an ancient lich
488178 | Zig:23   | Noticed an ancient lich
488178 | Zig:23   | Killed an ancient lich
488178 | Zig:23   | Killed an ancient lich
488178 | Zig:23   | Killed an ancient lich
488178 | Zig:23   | Killed an ancient lich
488178 | Zig:23   | Killed an ancient lich
488178 | Zig:23   | Killed an ancient lich
488178 | Zig:23   | Killed an ancient lich
488178 | Zig:23   | Killed an ancient lich
488178 | Zig:23   | Killed an ancient lich
488178 | Zig:23   | Killed an ancient lich
488178 | Zig:23   | Killed an ancient lich
488178 | Zig:23   | Killed an ancient lich
488178 | Zig:23   | Killed an ancient lich
488178 | Zig:23   | Killed an ancient lich
488178 | Zig:23   | Killed an ancient lich
488178 | Zig:23   | Killed an ancient lich
488179 | Zig:23   | Noticed an ancient lich
488179 | Zig:23   | Noticed an ancient lich
488179 | Zig:23   | Noticed an ancient lich
488180 | Zig:23   | Noticed an ancient lich
488180 | Zig:23   | Noticed an ancient lich
488180 | Zig:23   | Noticed an ancient lich
488181 | Zig:23   | Noticed an ancient lich
488181 | Zig:23   | Noticed an ancient lich
488181 | Zig:23   | Killed an ancient lich
488182 | Zig:23   | Noticed an ancient lich
488182 | Zig:23   | Noticed an ancient lich
488182 | Zig:23   | Noticed an ancient lich
488182 | Zig:23   | Noticed an ancient lich
488182 | Zig:23   | Noticed an ancient lich
488182 | Zig:23   | Killed an ancient lich
488182 | Zig:23   | Killed an ancient lich
488183 | Zig:23   | Noticed an ancient lich
488183 | Zig:23   | Noticed an ancient lich
488183 | Zig:23   | Noticed an ancient lich
488183 | Zig:23   | Noticed an ancient lich
488183 | Zig:23   | Noticed an ancient lich
488183 | Zig:23   | Noticed an ancient lich
488183 | Zig:23   | Noticed an ancient lich
488183 | Zig:23   | Killed an ancient lich
488183 | Zig:23   | Killed an ancient lich
488183 | Zig:23   | Killed an ancient lich
488184 | Zig:23   | Noticed an ancient lich
488184 | Zig:23   | Noticed an ancient lich
488184 | Zig:23   | Killed an ancient lich
488184 | Zig:23   | Killed an ancient lich
488184 | Zig:23   | Killed an ancient lich
488184 | Zig:23   | Killed an ancient lich
488184 | Zig:23   | Killed an ancient lich
488184 | Zig:23   | Killed an ancient lich
488185 | Zig:23   | Noticed an ancient lich
488185 | Zig:23   | Noticed an ancient lich
488185 | Zig:23   | Noticed an ancient lich
488185 | Zig:23   | Noticed an ancient lich
488186 | Zig:23   | Noticed an ancient lich
488186 | Zig:23   | Noticed an ancient lich
488186 | Zig:23   | Noticed an ancient lich
488186 | Zig:23   | Noticed an ancient lich
488186 | Zig:23   | Noticed an ancient lich
488187 | Zig:23   | Noticed an ancient lich
488187 | Zig:23   | Killed an ancient lich
488187 | Zig:23   | Killed an ancient lich
488187 | Zig:23   | Killed an ancient lich
488187 | Zig:23   | Killed an ancient lich
488187 | Zig:23   | Killed an ancient lich
488187 | Zig:23   | Killed an ancient lich
488187 | Zig:23   | Killed an ancient lich
488187 | Zig:23   | Killed an ancient lich
488187 | Zig:23   | Killed an ancient lich
488187 | Zig:23   | Killed an ancient lich
488187 | Zig:23   | Killed an ancient lich
488187 | Zig:23   | Killed an ancient lich
488187 | Zig:23   | Killed an ancient lich
488188 | Zig:23   | Noticed an ancient lich
488188 | Zig:23   | Noticed an ancient lich
488188 | Zig:23   | Noticed an ancient lich
488188 | Zig:23   | Noticed an ancient lich
488188 | Zig:23   | Noticed an ancient lich
488188 | Zig:23   | Noticed an ancient lich
488188 | Zig:23   | Noticed an ancient lich
488188 | Zig:23   | Noticed an ancient lich
488188 | Zig:23   | Noticed an ancient lich
488189 | Zig:23   | Killed an ancient lich
488189 | Zig:23   | Killed an ancient lich
488189 | Zig:23   | Killed an ancient lich
488189 | Zig:23   | Killed an ancient lich
488189 | Zig:23   | Killed an ancient lich
488189 | Zig:23   | Killed an ancient lich
488189 | Zig:23   | Killed an ancient lich
488189 | Zig:23   | Killed an ancient lich
488189 | Zig:23   | Killed an ancient lich
488189 | Zig:23   | Killed an ancient lich
488189 | Zig:23   | Killed an ancient lich
488189 | Zig:23   | Killed an ancient lich
488189 | Zig:23   | Killed an ancient lich
488189 | Zig:23   | Killed an ancient lich
488190 | Zig:23   | Noticed an ancient lich
488190 | Zig:23   | Noticed an ancient lich
488190 | Zig:23   | Noticed an ancient lich
488190 | Zig:23   | Noticed an ancient lich
488190 | Zig:23   | Noticed an ancient lich
488190 | Zig:23   | Noticed an ancient lich
488190 | Zig:23   | Noticed an ancient lich
488191 | Zig:23   | Noticed an ancient lich
488191 | Zig:23   | Noticed an ancient lich
488192 | Zig:23   | Noticed an ancient lich
488192 | Zig:23   | Noticed an ancient lich
488192 | Zig:23   | Noticed an ancient lich
488192 | Zig:23   | Noticed an ancient lich
488192 | Zig:23   | Killed an ancient lich
488193 | Zig:23   | Killed an ancient lich
488193 | Zig:23   | Killed an ancient lich
488193 | Zig:23   | Killed an ancient lich
488193 | Zig:23   | Killed an ancient lich
488194 | Zig:23   | Noticed an ancient lich
488194 | Zig:23   | Noticed an ancient lich
488194 | Zig:23   | Noticed an ancient lich
488194 | Zig:23   | Noticed an ancient lich
488194 | Zig:23   | Noticed an ancient lich
488194 | Zig:23   | Noticed an ancient lich
488194 | Zig:23   | Noticed an ancient lich
488194 | Zig:23   | Killed an ancient lich
488194 | Zig:23   | Killed an ancient lich
488195 | Zig:23   | Noticed an ancient lich
488195 | Zig:23   | Noticed an ancient lich
488195 | Zig:23   | Noticed an ancient lich
488195 | Zig:23   | Killed an ancient lich
488195 | Zig:23   | Killed an ancient lich
488195 | Zig:23   | Killed an ancient lich
488195 | Zig:23   | Killed an ancient lich
488196 | Zig:23   | Noticed an ancient lich
488196 | Zig:23   | Noticed an ancient lich
488196 | Zig:23   | Noticed an ancient lich
488196 | Zig:23   | Noticed an ancient lich
488196 | Zig:23   | Noticed an ancient lich
488196 | Zig:23   | Noticed an ancient lich
488196 | Zig:23   | Noticed an ancient lich
488196 | Zig:23   | Noticed an ancient lich
488196 | Zig:23   | Noticed an ancient lich
488196 | Zig:23   | Killed an ancient lich
488196 | Zig:23   | Killed an ancient lich
488196 | Zig:23   | Killed an ancient lich
488196 | Zig:23   | Killed an ancient lich
488196 | Zig:23   | Killed an ancient lich
488196 | Zig:23   | Killed an ancient lich
488196 | Zig:23   | Killed an ancient lich
488197 | Zig:23   | Noticed an ancient lich
488197 | Zig:23   | Noticed an ancient lich
488197 | Zig:23   | Noticed an ancient lich
488197 | Zig:23   | Noticed an ancient lich
488197 | Zig:23   | Noticed an ancient lich
488197 | Zig:23   | Noticed an ancient lich
488197 | Zig:23   | Noticed an ancient lich
488197 | Zig:23   | Noticed an ancient lich
488198 | Zig:23   | Noticed an ancient lich
488198 | Zig:23   | Noticed an ancient lich
488198 | Zig:23   | Noticed an ancient lich
488198 | Zig:23   | Killed an ancient lich
488198 | Zig:23   | Killed an ancient lich
488198 | Zig:23   | Killed an ancient lich
488198 | Zig:23   | Killed an ancient lich
488198 | Zig:23   | Killed an ancient lich
488198 | Zig:23   | Killed an ancient lich
488198 | Zig:23   | Killed an ancient lich
488198 | Zig:23   | Killed an ancient lich
488198 | Zig:23   | Killed an ancient lich
488198 | Zig:23   | Killed an ancient lich
488198 | Zig:23   | Killed an ancient lich
488198 | Zig:23   | Killed an ancient lich
488198 | Zig:23   | Killed an ancient lich
488198 | Zig:23   | Killed an ancient lich
488198 | Zig:23   | Killed an ancient lich
488198 | Zig:23   | Killed an ancient lich
488198 | Zig:23   | Killed an ancient lich
488198 | Zig:23   | Killed an ancient lich
488198 | Zig:23   | Killed an ancient lich
488198 | Zig:23   | Killed an ancient lich
488198 | Zig:23   | Killed an ancient lich
488198 | Zig:23   | Killed an ancient lich
488198 | Zig:23   | Killed an ancient lich
488198 | Zig:23   | Noticed an ancient lich
488199 | Zig:23   | Noticed an ancient lich
488199 | Zig:23   | Noticed an ancient lich
488199 | Zig:23   | Noticed an ancient lich
488199 | Zig:23   | Noticed an ancient lich
488199 | Zig:23   | Noticed an ancient lich
488200 | Zig:23   | Noticed an ancient lich
488200 | Zig:23   | Noticed an ancient lich
488200 | Zig:23   | Killed an ancient lich
488200 | Zig:23   | Killed an ancient lich
488200 | Zig:23   | Killed an ancient lich
488200 | Zig:23   | Killed an ancient lich
488200 | Zig:23   | Killed an ancient lich
488200 | Zig:23   | Killed an ancient lich
488200 | Zig:23   | Killed an ancient lich
488200 | Zig:23   | Killed an ancient lich
488200 | Zig:23   | Killed an ancient lich
488200 | Zig:23   | Noticed an ancient lich
488201 | Zig:23   | Noticed an ancient lich
488201 | Zig:23   | Noticed an ancient lich
488201 | Zig:23   | Noticed an ancient lich
488201 | Zig:23   | Killed an ancient lich
488202 | Zig:23   | Killed an ancient lich
488203 | Zig:23   | Noticed an ancient lich
488203 | Zig:23   | Noticed an ancient lich
488203 | Zig:23   | Noticed an ancient lich
488203 | Zig:23   | Noticed an ancient lich
488203 | Zig:23   | Noticed an ancient lich
488203 | Zig:23   | Noticed an ancient lich
488203 | Zig:23   | Noticed an ancient lich
488203 | Zig:23   | Noticed an ancient lich
488203 | Zig:23   | Noticed an ancient lich
488203 | Zig:23   | Noticed an ancient lich
488203 | Zig:23   | Noticed an ancient lich
488203 | Zig:23   | Killed an ancient lich
488203 | Zig:23   | Noticed an ancient lich
488204 | Zig:23   | Noticed an ancient lich
488204 | Zig:23   | Noticed an ancient lich
488204 | Zig:23   | Noticed an ancient lich
488204 | Zig:23   | Noticed an ancient lich
488204 | Zig:23   | Noticed an ancient lich
488204 | Zig:23   | Noticed an ancient lich
488204 | Zig:23   | Noticed an ancient lich
488204 | Zig:23   | Killed an ancient lich
488204 | Zig:23   | Killed an ancient lich
488204 | Zig:23   | Killed an ancient lich
488205 | Zig:23   | Killed an ancient lich
488205 | Zig:23   | Killed an ancient lich
488205 | Zig:23   | Killed an ancient lich
488205 | Zig:23   | Killed an ancient lich
488206 | Zig:23   | Noticed an ancient lich
488206 | Zig:23   | Killed an ancient lich
488206 | Zig:23   | Killed an ancient lich
488206 | Zig:23   | Killed an ancient lich
488206 | Zig:23   | Killed an ancient lich
488206 | Zig:23   | Killed an ancient lich
488206 | Zig:23   | Killed an ancient lich
488206 | Zig:23   | Killed an ancient lich
488206 | Zig:23   | Noticed an ancient lich
488206 | Zig:23   | Noticed an ancient lich
488206 | Zig:23   | Noticed an ancient lich
488206 | Zig:23   | Noticed an ancient lich
488206 | Zig:23   | Noticed an ancient lich
488206 | Zig:23   | Noticed an ancient lich
488207 | Zig:23   | Noticed an ancient lich
488207 | Zig:23   | Noticed an ancient lich
488207 | Zig:23   | Noticed an ancient lich
488207 | Zig:23   | Noticed an ancient lich
488207 | Zig:23   | Noticed an ancient lich
488207 | Zig:23   | Noticed an ancient lich
488207 | Zig:23   | Noticed an ancient lich
488207 | Zig:23   | Noticed an ancient lich
488207 | Zig:23   | Noticed an ancient lich
488207 | Zig:23   | Noticed an ancient lich
488207 | Zig:23   | Noticed an ancient lich
488207 | Zig:23   | Noticed an ancient lich
488207 | Zig:23   | Noticed an ancient lich
488207 | Zig:23   | Noticed an ancient lich
488207 | Zig:23   | Noticed an ancient lich
488207 | Zig:23   | Noticed an ancient lich
488207 | Zig:23   | Noticed an ancient lich
488208 | Zig:23   | Noticed an ancient lich
488208 | Zig:23   | Noticed an ancient lich
488208 | Zig:23   | Noticed an ancient lich
488208 | Zig:23   | Noticed an ancient lich
488208 | Zig:23   | Noticed an ancient lich
488208 | Zig:23   | Noticed an ancient lich
488209 | Zig:23   | Noticed an ancient lich
488209 | Zig:23   | Noticed an ancient lich
488209 | Zig:23   | Noticed an ancient lich
488209 | Zig:23   | Noticed an ancient lich
488209 | Zig:23   | Noticed an ancient lich
488209 | Zig:23   | Noticed an ancient lich
488209 | Zig:23   | Noticed an ancient lich
488209 | Zig:23   | Noticed an ancient lich
488209 | Zig:23   | Noticed an ancient lich
488210 | Zig:23   | Noticed an ancient lich
488210 | Zig:23   | Noticed an ancient lich
488210 | Zig:23   | Noticed an ancient lich
488210 | Zig:23   | Killed an ancient lich
488210 | Zig:23   | Killed an ancient lich
488210 | Zig:23   | Killed an ancient lich
488210 | Zig:23   | Killed an ancient lich
488210 | Zig:23   | Killed an ancient lich
488210 | Zig:23   | Killed an ancient lich
488210 | Zig:23   | Killed an ancient lich
488210 | Zig:23   | Killed an ancient lich
488210 | Zig:23   | Killed an ancient lich
488210 | Zig:23   | Killed an ancient lich
488210 | Zig:23   | Killed an ancient lich
488210 | Zig:23   | Killed an ancient lich
488210 | Zig:23   | Killed an ancient lich
488210 | Zig:23   | Killed an ancient lich
488210 | Zig:23   | Killed an ancient lich
488210 | Zig:23   | Killed an ancient lich
488210 | Zig:23   | Killed an ancient lich
488210 | Zig:23   | Killed an ancient lich
488210 | Zig:23   | Killed an ancient lich
488210 | Zig:23   | Killed an ancient lich
488210 | Zig:23   | Killed an ancient lich
488210 | Zig:23   | Killed an ancient lich
488210 | Zig:23   | Killed an ancient lich
488210 | Zig:23   | Killed an ancient lich
488210 | Zig:23   | Killed an ancient lich
488210 | Zig:23   | Killed an ancient lich
488211 | Zig:23   | Noticed an ancient lich
488211 | Zig:23   | Noticed an ancient lich
488211 | Zig:23   | Killed an ancient lich
488211 | Zig:23   | Killed an ancient lich
488211 | Zig:23   | Killed an ancient lich
488211 | Zig:23   | Killed an ancient lich
488211 | Zig:23   | Killed an ancient lich
488211 | Zig:23   | Killed an ancient lich
488211 | Zig:23   | Killed an ancient lich
488211 | Zig:23   | Killed an ancient lich
488211 | Zig:23   | Killed an ancient lich
488211 | Zig:23   | Killed an ancient lich
488211 | Zig:23   | Killed an ancient lich
488211 | Zig:23   | Killed an ancient lich
488211 | Zig:23   | Killed an ancient lich
488211 | Zig:23   | Killed an ancient lich
488211 | Zig:23   | Killed an ancient lich
488211 | Zig:23   | Killed an ancient lich
488211 | Zig:23   | Killed an ancient lich
488211 | Zig:23   | Killed an ancient lich
488211 | Zig:23   | Killed an ancient lich
488211 | Zig:23   | Killed an ancient lich
488211 | Zig:23   | Killed an ancient lich
488211 | Zig:23   | Killed an ancient lich
488211 | Zig:23   | Killed an ancient lich
488211 | Zig:23   | Killed an ancient lich
488211 | Zig:23   | Killed an ancient lich
488212 | Zig:23   | Noticed an ancient lich
488212 | Zig:23   | Noticed an ancient lich
488212 | Zig:23   | Noticed an ancient lich
488212 | Zig:23   | Noticed an ancient lich
488213 | Zig:23   | Noticed an ancient lich
488213 | Zig:23   | Noticed an ancient lich
488213 | Zig:23   | Noticed an ancient lich
488213 | Zig:23   | Noticed an ancient lich
488213 | Zig:23   | Noticed an ancient lich
488213 | Zig:23   | Noticed an ancient lich
488213 | Zig:23   | Noticed an ancient lich
488214 | Zig:23   | Noticed an ancient lich
488215 | Zig:23   | Noticed an ancient lich
488215 | Zig:23   | Noticed an ancient lich
488215 | Zig:23   | Killed an ancient lich
488215 | Zig:23   | Killed an ancient lich
488216 | Zig:23   | Killed an ancient lich
488217 | Zig:23   | Noticed an ancient lich
488217 | Zig:23   | Killed an ancient lich
488217 | Zig:23   | Killed an ancient lich
488218 | Zig:23   | Noticed an ancient lich
488218 | Zig:23   | Killed an ancient lich
488218 | Zig:23   | Killed an ancient lich
488219 | Zig:23   | Noticed an ancient lich
488219 | Zig:23   | Noticed an ancient lich
488219 | Zig:23   | Noticed an ancient lich
488219 | Zig:23   | Noticed an ancient lich
488219 | Zig:23   | Killed an ancient lich
488219 | Zig:23   | Killed an ancient lich
488219 | Zig:23   | Killed an ancient lich
488219 | Zig:23   | Killed an ancient lich
488219 | Zig:23   | Killed an ancient lich
488219 | Zig:23   | Killed an ancient lich
488219 | Zig:23   | Killed an ancient lich
488221 | Zig:23   | Noticed an ancient lich
488222 | Zig:23   | Killed an ancient lich
488222 | Zig:23   | Killed an ancient lich
488222 | Zig:23   | Killed an ancient lich
488222 | Zig:23   | Killed an ancient lich
488222 | Zig:23   | Killed an ancient lich
488222 | Zig:23   | Killed an ancient lich
488223 | Zig:23   | Noticed an ancient lich
488223 | Zig:23   | Killed an ancient lich
488223 | Zig:23   | Killed an ancient lich
488223 | Zig:23   | Killed an ancient lich
488223 | Zig:23   | Killed an ancient lich
488223 | Zig:23   | Killed an ancient lich
488223 | Zig:23   | Killed an ancient lich
488224 | Zig:23   | Killed an ancient lich
488240 | Zig:23   | Identified the +0 cloak of the Pink Corner {Slay+2} (You found it on level 23 of a ziggurat)
488250 | Zig:23   | Identified Meuxzyad's Almanac of Heat and Stolen Souls
488258 | Zig:23   | Got a clouded silver ring
488260 | Zig:23   | Identified the ring of Silau {Fire Str+4 Slay+2 Stlth-} (You found it on level 23 of a ziggurat)
488265 | Zig:23   | Got a glittering glass ring
488266 | Zig:23   | Identified the ring "Moqyijoe" {*Tele *Slow rPois Str+2} (You found it on level 23 of a ziggurat)
488281 | Zig:23   | Got a faintly glowing brass amulet
488282 | Zig:23   | Identified the amulet "Marenet" {+Rage rC+} (You found it on level 23 of a ziggurat)
488309 | Zig:23   | Got a coiled steel amulet
488310 | Zig:23   | Identified the amulet of Xom's Full Attention {Gourm rElec rF+ Int-5} (You found it on level 23 of a ziggurat)
488350 | Zig:23   | Got a scintillating golden ring
488351 | Zig:23   | Identified the ring "Moumuvoixi" {rPois rC+++ rN++ Int-4 Dex+2} (You found it on level 23 of a ziggurat)
488518 | Zig:23   | Identified the +2 cloak "Duarghei" {-Cast rF++ MR+ MP+9} (You found it on level 23 of a ziggurat)
488557 | Zig:24   | Entered Level 24 of a ziggurat
488622 | Zig:24   | Noticed Xulac the pandemonium lord
488634 | Zig:24   | Killed Xulac the pandemonium lord
488871 | Zig:24   | Got a bound ivory ring
488873 | Zig:24   | Identified the ring "Javok" {rElec rC+ Str+4 Stlth-} (You found it on level 24 of a ziggurat)
488887 | Zig:24   | Got a flickering silver ring
488888 | Zig:24   | Identified the ring "Wukyukh" {Ice MR+ Str+5} (You found it on level 24 of a ziggurat)
488900 | Zig:24   | Got a glittering granite ring
488901 | Zig:24   | Identified the ring of Doubts {+Inv rF- rC+++ rN+ Dex-2} (You found it on level 24 of a ziggurat)
488909 | Zig:24   | Got a heavily runed silver ring
488910 | Zig:24   | Identified the ring of Miek {rElec rN+ SInv} (You found it on level 24 of a ziggurat)
488914 | Zig:24   | Got a translucent platinum ring
488915 | Zig:24   | Identified the ring of Naulebig {rPois Str+3 Int+6} (You found it on level 24 of a ziggurat)
489010 | Zig:24   | Identified the Collected Works on Intoxication and Air
489025 | Zig:25   | Entered Level 25 of a ziggurat
489130 | Zig:25   | Got a glittering pewter ring
489132 | Zig:25   | Identified the ring of Higheaf {rC+ Str+3 Int+3 Stlth+} (You found it on level 25 of a ziggurat)
489133 | Zig:25   | Identified Sif Muna's Tome of the Voyage and Earth
489165 | Zig:25   | Got a smoking sapphire amulet
489166 | Zig:25   | Identified the amulet of Vext {Harm *Drain Dex+4 Stlth+} (You found it on level 25 of a ziggurat)
489172 | Zig:25   | Got a transparent steel ring
489174 | Zig:25   | Identified the ring of the Invisible Hand {rN+ Int+5} (You found it on level 25 of a ziggurat)
489199 | Zig:25   | Identified Degiam's Tome of Confrontation and Enchantment
489419 | Zig:25   | Identified the +3 cloak of Dishonesty {rElec rPois rF+++ rC-} (You found it on level 25 of a ziggurat)
489422 | Zig:25   | Identified the +10 demon blade "Kasch" {elec, Dex+5} (You found it on level 25 of a ziggurat)
489477 | Zig:26   | Entered Level 26 of a ziggurat
489481 | Zig:26   | Noticed an ancient lich
489482 | Zig:26   | Noticed an ancient lich
489482 | Zig:26   | Noticed an ancient lich
489483 | Zig:26   | Noticed an ancient lich
489483 | Zig:26   | Killed an ancient lich
489484 | Zig:26   | Noticed an ancient lich
489484 | Zig:26   | Killed an ancient lich
489484 | Zig:26   | Killed an ancient lich
489484 | Zig:26   | Killed an ancient lich
489485 | Zig:26   | Noticed an ancient lich
489485 | Zig:26   | Noticed an ancient lich
489486 | Zig:26   | Killed an ancient lich
489486 | Zig:26   | Killed an ancient lich
489487 | Zig:26   | Killed an ancient lich
489488 | Zig:26   | Noticed an ancient lich
489488 | Zig:26   | Noticed an ancient lich
489490 | Zig:26   | Noticed an ancient lich
489490 | Zig:26   | Noticed an ancient lich
489490 | Zig:26   | Killed an ancient lich
489490 | Zig:26   | Killed an ancient lich
489491 | Zig:26   | Noticed an ancient lich
489492 | Zig:26   | Killed an ancient lich
489492 | Zig:26   | Killed an ancient lich
489492 | Zig:26   | Killed an ancient lich
489492 | Zig:26   | Noticed an ancient lich
489493 | Zig:26   | Noticed an ancient lich
489493 | Zig:26   | Noticed an ancient lich
489493 | Zig:26   | Noticed an ancient lich
489493 | Zig:26   | Noticed an ancient lich
489493 | Zig:26   | Noticed an ancient lich
489493 | Zig:26   | Noticed an ancient lich
489493 | Zig:26   | Noticed an ancient lich
489493 | Zig:26   | Noticed an ancient lich
489493 | Zig:26   | Noticed an ancient lich
489493 | Zig:26   | Noticed an ancient lich
489493 | Zig:26   | Noticed an ancient lich
489493 | Zig:26   | Noticed an ancient lich
489493 | Zig:26   | Noticed an ancient lich
489493 | Zig:26   | Noticed an ancient lich
489493 | Zig:26   | Noticed an ancient lich
489493 | Zig:26   | Noticed an ancient lich
489493 | Zig:26   | Noticed an ancient lich
489493 | Zig:26   | Noticed an ancient lich
489493 | Zig:26   | Noticed an ancient lich
489493 | Zig:26   | Noticed an ancient lich
489493 | Zig:26   | Noticed an ancient lich
489493 | Zig:26   | Noticed an ancient lich
489493 | Zig:26   | Noticed an ancient lich
489493 | Zig:26   | Killed an ancient lich
489493 | Zig:26   | Killed an ancient lich
489493 | Zig:26   | Killed an ancient lich
489493 | Zig:26   | Killed an ancient lich
489493 | Zig:26   | Killed an ancient lich
489493 | Zig:26   | Killed an ancient lich
489493 | Zig:26   | Killed an ancient lich
489494 | Zig:26   | Noticed an ancient lich
489494 | Zig:26   | Noticed an ancient lich
489494 | Zig:26   | Noticed an ancient lich
489495 | Zig:26   | Noticed an ancient lich
489495 | Zig:26   | Noticed an ancient lich
489495 | Zig:26   | Killed an ancient lich
489495 | Zig:26   | Killed an ancient lich
489495 | Zig:26   | Killed an ancient lich
489495 | Zig:26   | Killed an ancient lich
489495 | Zig:26   | Killed an ancient lich
489495 | Zig:26   | Killed an ancient lich
489495 | Zig:26   | Killed an ancient lich
489495 | Zig:26   | Killed an ancient lich
489495 | Zig:26   | Killed an ancient lich
489495 | Zig:26   | Killed an ancient lich
489495 | Zig:26   | Killed an ancient lich
489495 | Zig:26   | Killed an ancient lich
489495 | Zig:26   | Killed an ancient lich
489495 | Zig:26   | Killed an ancient lich
489495 | Zig:26   | Killed an ancient lich
489495 | Zig:26   | Killed an ancient lich
489495 | Zig:26   | Killed an ancient lich
489495 | Zig:26   | Killed an ancient lich
489496 | Zig:26   | Noticed an ancient lich
489496 | Zig:26   | Noticed an ancient lich
489496 | Zig:26   | Noticed an ancient lich
489496 | Zig:26   | Noticed an ancient lich
489496 | Zig:26   | Noticed an ancient lich
489496 | Zig:26   | Noticed an ancient lich
489496 | Zig:26   | Killed an ancient lich
489496 | Zig:26   | Killed an ancient lich
489496 | Zig:26   | Killed an ancient lich
489496 | Zig:26   | Killed an ancient lich
489497 | Zig:26   | Noticed an ancient lich
489497 | Zig:26   | Noticed an ancient lich
489497 | Zig:26   | Noticed an ancient lich
489498 | Zig:26   | Noticed an ancient lich
489499 | Zig:26   | Noticed an ancient lich
489499 | Zig:26   | Killed an ancient lich
489499 | Zig:26   | Killed an ancient lich
489499 | Zig:26   | Killed an ancient lich
489499 | Zig:26   | Killed an ancient lich
489499 | Zig:26   | Killed an ancient lich
489499 | Zig:26   | Killed an ancient lich
489499 | Zig:26   | Killed an ancient lich
489500 | Zig:26   | Noticed an ancient lich
489500 | Zig:26   | Noticed an ancient lich
489500 | Zig:26   | Noticed an ancient lich
489500 | Zig:26   | Noticed an ancient lich
489500 | Zig:26   | Noticed an ancient lich
489500 | Zig:26   | Killed an ancient lich
489500 | Zig:26   | Killed an ancient lich
489500 | Zig:26   | Killed an ancient lich
489500 | Zig:26   | Killed an ancient lich
489500 | Zig:26   | Killed an ancient lich
489501 | Zig:26   | Noticed an ancient lich
489501 | Zig:26   | Noticed an ancient lich
489503 | Zig:26   | Noticed an ancient lich
489503 | Zig:26   | Noticed an ancient lich
489504 | Zig:26   | Noticed an ancient lich
489505 | Zig:26   | Noticed an ancient lich
489505 | Zig:26   | Killed an ancient lich
489505 | Zig:26   | Killed an ancient lich
489505 | Zig:26   | Killed an ancient lich
489505 | Zig:26   | Killed an ancient lich
489506 | Zig:26   | Noticed an ancient lich
489506 | Zig:26   | Noticed an ancient lich
489506 | Zig:26   | Noticed an ancient lich
489506 | Zig:26   | Killed an ancient lich
489506 | Zig:26   | Killed an ancient lich
489506 | Zig:26   | Killed an ancient lich
489506 | Zig:26   | Killed an ancient lich
489506 | Zig:26   | Killed an ancient lich
489507 | Zig:26   | Noticed an ancient lich
489507 | Zig:26   | Noticed an ancient lich
489507 | Zig:26   | Noticed an ancient lich
489507 | Zig:26   | Noticed an ancient lich
489507 | Zig:26   | Noticed an ancient lich
489508 | Zig:26   | Killed an ancient lich
489508 | Zig:26   | Killed an ancient lich
489508 | Zig:26   | Killed an ancient lich
489508 | Zig:26   | Killed an ancient lich
489508 | Zig:26   | Killed an ancient lich
489508 | Zig:26   | Killed an ancient lich
489509 | Zig:26   | Noticed an ancient lich
489509 | Zig:26   | Noticed an ancient lich
489509 | Zig:26   | Noticed an ancient lich
489509 | Zig:26   | Noticed an ancient lich
489509 | Zig:26   | Noticed an ancient lich
489509 | Zig:26   | Noticed an ancient lich
489509 | Zig:26   | Killed an ancient lich
489509 | Zig:26   | Killed an ancient lich
489509 | Zig:26   | Killed an ancient lich
489509 | Zig:26   | Killed an ancient lich
489510 | Zig:26   | Noticed an ancient lich
489510 | Zig:26   | Noticed an ancient lich
489511 | Zig:26   | Killed an ancient lich
489511 | Zig:26   | Killed an ancient lich
489511 | Zig:26   | Killed an ancient lich
489511 | Zig:26   | Killed an ancient lich
489511 | Zig:26   | Killed an ancient lich
489511 | Zig:26   | Killed an ancient lich
489511 | Zig:26   | Killed an ancient lich
489512 | Zig:26   | Noticed an ancient lich
489512 | Zig:26   | Noticed an ancient lich
489512 | Zig:26   | Noticed an ancient lich
489512 | Zig:26   | Noticed an ancient lich
489512 | Zig:26   | Noticed an ancient lich
489512 | Zig:26   | Noticed an ancient lich
489513 | Zig:26   | Noticed an ancient lich
489514 | Zig:26   | Noticed an ancient lich
489514 | Zig:26   | Killed an ancient lich
489514 | Zig:26   | Killed an ancient lich
489514 | Zig:26   | Killed an ancient lich
489514 | Zig:26   | Killed an ancient lich
489515 | Zig:26   | Noticed an ancient lich
489515 | Zig:26   | Noticed an ancient lich
489515 | Zig:26   | Killed an ancient lich
489515 | Zig:26   | Killed an ancient lich
489515 | Zig:26   | Killed an ancient lich
489515 | Zig:26   | Killed an ancient lich
489516 | Zig:26   | Noticed an ancient lich
489516 | Zig:26   | Noticed an ancient lich
489516 | Zig:26   | Killed an ancient lich
489516 | Zig:26   | Killed an ancient lich
489516 | Zig:26   | Killed an ancient lich
489516 | Zig:26   | Killed an ancient lich
489517 | Zig:26   | Noticed an ancient lich
489517 | Zig:26   | Noticed an ancient lich
489517 | Zig:26   | Noticed an ancient lich
489517 | Zig:26   | Noticed an ancient lich
489517 | Zig:26   | Noticed an ancient lich
489518 | Zig:26   | Noticed an ancient lich
489519 | Zig:26   | Noticed an ancient lich
489519 | Zig:26   | Killed an ancient lich
489520 | Zig:26   | Noticed an ancient lich
489521 | Zig:26   | Killed an ancient lich
489521 | Zig:26   | Killed an ancient lich
489521 | Zig:26   | Killed an ancient lich
489521 | Zig:26   | Killed an ancient lich
489521 | Zig:26   | Killed an ancient lich
489521 | Zig:26   | Killed an ancient lich
489521 | Zig:26   | Killed an ancient lich
489522 | Zig:26   | Noticed an ancient lich
489522 | Zig:26   | Noticed an ancient lich
489522 | Zig:26   | Killed an ancient lich
489523 | Zig:26   | Noticed an ancient lich
489524 | Zig:26   | Killed an ancient lich
489525 | Zig:26   | Noticed an ancient lich
489525 | Zig:26   | Killed an ancient lich
489526 | Zig:26   | Noticed an ancient lich
489526 | Zig:26   | Noticed an ancient lich
489526 | Zig:26   | Noticed an ancient lich
489527 | Zig:26   | Noticed an ancient lich
489528 | Zig:26   | Noticed an ancient lich
489528 | Zig:26   | Noticed an ancient lich
489528 | Zig:26   | Noticed an ancient lich
489529 | Zig:26   | Killed an ancient lich
489529 | Zig:26   | Killed an ancient lich
489529 | Zig:26   | Killed an ancient lich
489530 | Zig:26   | Killed an ancient lich
489530 | Zig:26   | Killed an ancient lich
489530 | Zig:26   | Killed an ancient lich
489530 | Zig:26   | Killed an ancient lich
489531 | Zig:26   | Noticed an ancient lich
489531 | Zig:26   | Noticed an ancient lich
489532 | Zig:26   | Killed an ancient lich
489532 | Zig:26   | Killed an ancient lich
489533 | Zig:26   | Killed an ancient lich
489534 | Zig:26   | Noticed an ancient lich
489534 | Zig:26   | Noticed an ancient lich
489534 | Zig:26   | Noticed an ancient lich
489534 | Zig:26   | Noticed an ancient lich
489535 | Zig:26   | Noticed an ancient lich
489535 | Zig:26   | Noticed an ancient lich
489535 | Zig:26   | Killed an ancient lich
489535 | Zig:26   | Killed an ancient lich
489536 | Zig:26   | Noticed an ancient lich
489536 | Zig:26   | Killed an ancient lich
489536 | Zig:26   | Killed an ancient lich
489536 | Zig:26   | Killed an ancient lich
489536 | Zig:26   | Killed an ancient lich
489536 | Zig:26   | Killed an ancient lich
489537 | Zig:26   | Noticed an ancient lich
489539 | Zig:26   | Noticed an ancient lich
489540 | Zig:26   | Killed an ancient lich
489540 | Zig:26   | Killed an ancient lich
489541 | Zig:26   | Noticed an ancient lich
489542 | Zig:26   | Noticed an ancient lich
489543 | Zig:26   | Killed an ancient lich
489543 | Zig:26   | Killed an ancient lich
489544 | Zig:26   | Noticed an ancient lich
489546 | Zig:26   | Killed an ancient lich
489547 | Zig:26   | Noticed an ancient lich
489547 | Zig:26   | Killed an ancient lich
489550 | Zig:26   | Noticed an ancient lich
489551 | Zig:26   | Killed an ancient lich
489641 | Zig:26   | Got a glittering steel amulet
489642 | Zig:26   | Identified the amulet "Wiugol" {Faith Slay+3} (You found it on level 26 of a ziggurat)
489653 | Zig:26   | Got a clouded gossamer ring
489655 | Zig:26   | Identified the ring of Qoorhico {rPois MP+9} (You found it on level 26 of a ziggurat)
489660 | Zig:26   | Got a pitted golden ring
489661 | Zig:26   | Identified the ring "Qoemp" {rElec rF+ rC+ MP+9 SInv} (You found it on level 26 of a ziggurat)
489669 | Zig:26   | Identified the Handbook of Gliding Contamination
489684 | Zig:26   | Got a brightly glowing amber ring
489686 | Zig:26   | Identified the ring "Cuin" {rN++ SInv} (You found it on level 26 of a ziggurat)
489706 | Zig:26   | Identified the Incunabulum of Burning Stones
489915 | Zig:26   | Identified the +1 cloak of Omission {rF++ Stlth+} (You found it on level 26 of a ziggurat)
489917 | Zig:26   | Identified Gyugruzo's Compendium of the Blaze and the Birds
489924 | Zig:26   | Identified the +1 pair of gloves of the Nightingale {*Slow rElec rF- rN+ Str+8} (You found it on level 26 of a ziggurat)
489929 | Zig:26   | Identified the cursed +0 helmet "Jadu" {MR+} (You found it on level 26 of a ziggurat)
489979 | Zig:27   | Entered Level 27 of a ziggurat
490390 | Zig:27   | Got a heavily runed silver amulet
490391 | Zig:27   | Identified the amulet of Nivo {Harm *Drain rC+ SInv} (You found it on level 27 of a ziggurat)
490397 | Zig:27   | Identified the cursed +0 pair of boots of the Aged Deaths {rElec rC+ Str-2 SInv} (You found it on level 27 of a ziggurat)
490412 | Zig:27   | Got a slimy steel amulet
490413 | Zig:27   | Identified the amulet of Uprycok {Reflect MR+ SH+2} (You found it on level 27 of a ziggurat)
490417 | Zig:27   | Got a brightly glowing glass ring
490419 | Zig:27   | Identified the ring of Pessimism {rCorr rPois Int+4 Dex-3} (You found it on level 27 of a ziggurat)
490671 | Depths:2 | Identified the +1 pair of gloves of Heashroal {rElec Regen+} (You acquired it on level 2 of the Depths)
490672 | Depths:2 | Identified the -5 pair of boots of Charity {rPois MR+++ Str-2 Stlth+} (You acquired it on level 2 of the Depths)
490673 | Depths:2 | Identified the +3 large shield "Deshruisu" {rElec} (You acquired it on level 2 of the Depths)
490674 | Depths:2 | Identified the +0 pair of gloves of Beogh's Envy {Dex+6} (You acquired it on level 2 of the Depths)
490675 | Depths:2 | Got a fine shield
490675 | Depths:2 | Got ichor-stained ice dragon scales
490723 | Zig:1    | Entered Level 1 of a ziggurat
490761 | Zig:1    | Identified the +9 large shield "Takag" {rElec rF+ Int-4 Dex+3} (You took it off a daeva on level 1 of a ziggurat)
490793 | Zig:2    | Entered Level 2 of a ziggurat
490807 | Zig:2    | Identified the cursed +0 cloak "Kuw Quat" {rElec rF- rC- Dex+5} (You found it on level 2 of a ziggurat)
490872 | Zig:3    | Entered Level 3 of a ziggurat
490942 | Zig:4    | Entered Level 4 of a ziggurat
490944 | Zig:4    | Noticed Ziunis the pandemonium lord
490949 | Zig:4    | Killed Ziunis the pandemonium lord
491025 | Zig:5    | Entered Level 5 of a ziggurat
491025 | Zig:5    | Noticed an ancient lich
491025 | Zig:5    | Noticed an ancient lich
491025 | Zig:5    | Noticed an ancient lich
491025 | Zig:5    | Noticed an ancient lich
491025 | Zig:5    | Noticed an ancient lich
491025 | Zig:5    | Noticed an ancient lich
491025 | Zig:5    | Noticed an ancient lich
491025 | Zig:5    | Noticed an ancient lich
491025 | Zig:5    | Noticed an ancient lich
491025 | Zig:5    | Noticed an ancient lich
491025 | Zig:5    | Noticed an ancient lich
491025 | Zig:5    | Noticed an ancient lich
491025 | Zig:5    | Noticed an ancient lich
491025 | Zig:5    | Noticed an ancient lich
491025 | Zig:5    | Noticed an ancient lich
491025 | Zig:5    | Noticed an ancient lich
491025 | Zig:5    | Noticed an ancient lich
491026 | Zig:5    | Killed an ancient lich
491026 | Zig:5    | Killed an ancient lich
491026 | Zig:5    | Killed an ancient lich
491026 | Zig:5    | Killed an ancient lich
491026 | Zig:5    | Killed an ancient lich
491026 | Zig:5    | Killed an ancient lich
491027 | Zig:5    | Noticed an ancient lich
491027 | Zig:5    | Killed an ancient lich
491027 | Zig:5    | Killed an ancient lich
491027 | Zig:5    | Killed an ancient lich
491027 | Zig:5    | Killed an ancient lich
491027 | Zig:5    | Killed an ancient lich
491027 | Zig:5    | Killed an ancient lich
491027 | Zig:5    | Killed an ancient lich
491027 | Zig:5    | Killed an ancient lich
491027 | Zig:5    | Killed an ancient lich
491027 | Zig:5    | Killed an ancient lich
491027 | Zig:5    | Killed an ancient lich
491027 | Zig:5    | Killed an ancient lich
491030 | Zig:5    | Noticed an ancient lich
491031 | Zig:5    | Noticed an ancient lich
491031 | Zig:5    | Noticed an ancient lich
491031 | Zig:5    | Noticed an ancient lich
491032 | Zig:5    | Noticed an ancient lich
491032 | Zig:5    | Noticed an ancient lich
491032 | Zig:5    | Noticed an ancient lich
491032 | Zig:5    | Killed an ancient lich
491033 | Zig:5    | Killed an ancient lich
491033 | Zig:5    | Killed an ancient lich
491033 | Zig:5    | Noticed an ancient lich
491033 | Zig:5    | Noticed an ancient lich
491034 | Zig:5    | Noticed an ancient lich
491034 | Zig:5    | Noticed an ancient lich
491035 | Zig:5    | Killed an ancient lich
491035 | Zig:5    | Killed an ancient lich
491035 | Zig:5    | Killed an ancient lich
491035 | Zig:5    | Killed an ancient lich
491035 | Zig:5    | Killed an ancient lich
491035 | Zig:5    | Killed an ancient lich
491035 | Zig:5    | Killed an ancient lich
491036 | Zig:5    | Killed an ancient lich
491103 | Zig:5    | Identified the +1 cloak "Hahetet" {rC+} (You found it on level 5 of a ziggurat)
491124 | Zig:6    | Entered Level 6 of a ziggurat
491124 | Zig:6    | Noticed a juggernaut
491124 | Zig:6    | Noticed a juggernaut
491124 | Zig:6    | Noticed a juggernaut
491124 | Zig:6    | Noticed a juggernaut
491124 | Zig:6    | Noticed a juggernaut
491124 | Zig:6    | Noticed a juggernaut
491124 | Zig:6    | Noticed a juggernaut
491124 | Zig:6    | Noticed a juggernaut
491129 | Zig:6    | Noticed a juggernaut
491129 | Zig:6    | Noticed a juggernaut
491137 | Zig:6    | Killed a juggernaut
491137 | Zig:6    | Killed a juggernaut
491137 | Zig:6    | Killed a juggernaut
491137 | Zig:6    | Killed a juggernaut
491137 | Zig:6    | Killed a juggernaut
491137 | Zig:6    | Killed a juggernaut
491137 | Zig:6    | Killed a juggernaut
491137 | Zig:6    | Killed a juggernaut
491137 | Zig:6    | Killed a juggernaut
491137 | Zig:6    | Killed a juggernaut
491138 | Zig:6    | Noticed a juggernaut
491138 | Zig:6    | Noticed a juggernaut
491138 | Zig:6    | Noticed a juggernaut
491139 | Zig:6    | Noticed a juggernaut
491139 | Zig:6    | Noticed a juggernaut
491140 | Zig:6    | Noticed a juggernaut
491140 | Zig:6    | Noticed a juggernaut
491148 | Zig:6    | Killed a juggernaut
491148 | Zig:6    | Killed a juggernaut
491148 | Zig:6    | Killed a juggernaut
491148 | Zig:6    | Killed a juggernaut
491148 | Zig:6    | Killed a juggernaut
491148 | Zig:6    | Killed a juggernaut
491148 | Zig:6    | Killed a juggernaut
491266 | Zig:7    | Entered Level 7 of a ziggurat
491289 | Zig:7    | Identified the cursed +0 pair of gloves "Xumili" {rElec Regen+} (You found it on level 7 of a ziggurat)
491296 | Zig:7    | Got a scorched amber ring
491298 | Zig:7    | Identified the ring "Koselei" {+Inv rPois Stlth+} (You found it on level 7 of a ziggurat)
491304 | Zig:7    | Got a faintly glowing ivory amulet
491305 | Zig:7    | Identified the amulet "Uphanav" {Reflect *Drain rF+ rC+ SH+4} (You found it on level 7 of a ziggurat)
491356 | Zig:8    | Entered Level 8 of a ziggurat
491384 | Zig:8    | Got a transparent marble ring
491386 | Zig:8    | Identified the ring "Xinouq" {-Tele rC- MR+++ Dex+7 Slay+1} (You found it on level 8 of a ziggurat)
491392 | Zig:8    | Got a fine lapis lazuli ring
491393 | Zig:8    | Identified the ring "Viorr" {-Tele rN+ EV+2 Str+2 SInv} (You found it on level 8 of a ziggurat)
491523 | Zig:9    | Entered Level 9 of a ziggurat
491523 | Zig:9    | Noticed a juggernaut
491523 | Zig:9    | Noticed a juggernaut
491523 | Zig:9    | Noticed a juggernaut
491523 | Zig:9    | Noticed a juggernaut
491523 | Zig:9    | Noticed a juggernaut
491523 | Zig:9    | Noticed a juggernaut
491523 | Zig:9    | Noticed a juggernaut
491523 | Zig:9    | Noticed a juggernaut
491523 | Zig:9    | Noticed a juggernaut
491526 | Zig:9    | Noticed a juggernaut
491526 | Zig:9    | Noticed a juggernaut
491531 | Zig:9    | Noticed a juggernaut
491532 | Zig:9    | Killed a juggernaut
491532 | Zig:9    | Killed a juggernaut
491532 | Zig:9    | Killed a juggernaut
491532 | Zig:9    | Killed a juggernaut
491532 | Zig:9    | Killed a juggernaut
491532 | Zig:9    | Killed a juggernaut
491532 | Zig:9    | Killed a juggernaut
491532 | Zig:9    | Killed a juggernaut
491532 | Zig:9    | Killed a juggernaut
491532 | Zig:9    | Killed a juggernaut
491532 | Zig:9    | Killed a juggernaut
491533 | Zig:9    | Noticed a juggernaut
491533 | Zig:9    | Noticed a juggernaut
491533 | Zig:9    | Noticed a juggernaut
491533 | Zig:9    | Noticed a juggernaut
491534 | Zig:9    | Noticed a juggernaut
491534 | Zig:9    | Noticed a juggernaut
491534 | Zig:9    | Noticed a juggernaut
491536 | Zig:9    | Noticed a juggernaut
491537 | Zig:9    | Noticed a juggernaut
491537 | Zig:9    | Noticed a juggernaut
491538 | Zig:9    | Killed a juggernaut
491539 | Zig:9    | Noticed a juggernaut
491540 | Zig:9    | Killed a juggernaut
491540 | Zig:9    | Killed a juggernaut
491540 | Zig:9    | Killed a juggernaut
491540 | Zig:9    | Killed a juggernaut
491540 | Zig:9    | Killed a juggernaut
491540 | Zig:9    | Killed a juggernaut
491540 | Zig:9    | Killed a juggernaut
491540 | Zig:9    | Killed a juggernaut
491540 | Zig:9    | Killed a juggernaut
491540 | Zig:9    | Killed a juggernaut
491541 | Zig:9    | Noticed a juggernaut
491541 | Zig:9    | Noticed a juggernaut
491541 | Zig:9    | Noticed a juggernaut
491541 | Zig:9    | Noticed a juggernaut
491542 | Zig:9    | Noticed a juggernaut
491542 | Zig:9    | Noticed a juggernaut
491542 | Zig:9    | Noticed a juggernaut
491542 | Zig:9    | Noticed a juggernaut
491542 | Zig:9    | Noticed a juggernaut
491542 | Zig:9    | Noticed a juggernaut
491542 | Zig:9    | Noticed a juggernaut
491542 | Zig:9    | Noticed a juggernaut
491551 | Zig:9    | Killed a juggernaut
491551 | Zig:9    | Killed a juggernaut
491551 | Zig:9    | Killed a juggernaut
491551 | Zig:9    | Killed a juggernaut
491551 | Zig:9    | Killed a juggernaut
491551 | Zig:9    | Killed a juggernaut
491551 | Zig:9    | Killed a juggernaut
491551 | Zig:9    | Killed a juggernaut
491551 | Zig:9    | Killed a juggernaut
491551 | Zig:9    | Killed a juggernaut
491553 | Zig:9    | Noticed a juggernaut
491554 | Zig:9    | Killed a juggernaut
491558 | Zig:9    | Killed a juggernaut
491558 | Zig:9    | Killed a juggernaut
491558 | Zig:9    | Killed a juggernaut
491738 | Zig:10   | Entered Level 10 of a ziggurat
491738 | Zig:10   | Noticed a greater mummy
491738 | Zig:10   | Noticed a greater mummy
491738 | Zig:10   | Noticed a greater mummy
491738 | Zig:10   | Noticed a greater mummy
491738 | Zig:10   | Noticed a greater mummy
491738 | Zig:10   | Noticed a greater mummy
491738 | Zig:10   | Noticed a greater mummy
491738 | Zig:10   | Noticed a greater mummy
491738 | Zig:10   | Noticed a greater mummy
491738 | Zig:10   | Noticed a greater mummy
491738 | Zig:10   | Noticed a greater mummy
491738 | Zig:10   | Noticed a greater mummy
491740 | Zig:10   | Noticed a greater mummy
491740 | Zig:10   | Noticed a greater mummy
491741 | Zig:10   | Noticed a greater mummy
491741 | Zig:10   | Killed a greater mummy
491741 | Zig:10   | Killed a greater mummy
491741 | Zig:10   | Killed a greater mummy
491741 | Zig:10   | Killed a greater mummy
491742 | Zig:10   | Noticed a greater mummy
491742 | Zig:10   | Noticed a greater mummy
491742 | Zig:10   | Noticed a greater mummy
491742 | Zig:10   | Noticed a greater mummy
491742 | Zig:10   | Killed a greater mummy
491743 | Zig:10   | Killed a greater mummy
491743 | Zig:10   | Killed a greater mummy
491743 | Zig:10   | Killed a greater mummy
491743 | Zig:10   | Killed a greater mummy
491743 | Zig:10   | Killed a greater mummy
491743 | Zig:10   | Killed a greater mummy
491743 | Zig:10   | Killed a greater mummy
491744 | Zig:10   | Noticed a greater mummy
491744 | Zig:10   | Killed a greater mummy
491744 | Zig:10   | Killed a greater mummy
491745 | Zig:10   | Noticed a greater mummy
491745 | Zig:10   | Noticed a greater mummy
491745 | Zig:10   | Noticed a greater mummy
491745 | Zig:10   | Noticed a greater mummy
491745 | Zig:10   | Noticed a greater mummy
491745 | Zig:10   | Killed a greater mummy
491745 | Zig:10   | Killed a greater mummy
491746 | Zig:10   | Noticed a greater mummy
491747 | Zig:10   | Noticed a greater mummy
491747 | Zig:10   | Killed a greater mummy
491747 | Zig:10   | Killed a greater mummy
491747 | Zig:10   | Killed a greater mummy
491747 | Zig:10   | Killed a greater mummy
491748 | Zig:10   | Noticed a greater mummy
491748 | Zig:10   | Noticed a greater mummy
491748 | Zig:10   | Noticed a greater mummy
491748 | Zig:10   | Noticed a greater mummy
491748 | Zig:10   | Noticed a greater mummy
491749 | Zig:10   | Noticed a greater mummy
491749 | Zig:10   | Killed a greater mummy
491749 | Zig:10   | Killed a greater mummy
491749 | Zig:10   | Killed a greater mummy
491749 | Zig:10   | Killed a greater mummy
491749 | Zig:10   | Killed a greater mummy
491749 | Zig:10   | Killed a greater mummy
491749 | Zig:10   | Killed a greater mummy
491750 | Zig:10   | Noticed a greater mummy
491751 | Zig:10   | Noticed a greater mummy
491751 | Zig:10   | Noticed a greater mummy
491751 | Zig:10   | Noticed a greater mummy
491751 | Zig:10   | Killed a greater mummy
491751 | Zig:10   | Killed a greater mummy
491752 | Zig:10   | Noticed a greater mummy
491752 | Zig:10   | Killed a greater mummy
491752 | Zig:10   | Killed a greater mummy
491752 | Zig:10   | Killed a greater mummy
491753 | Zig:10   | Killed a greater mummy
491753 | Zig:10   | Killed a greater mummy
491753 | Zig:10   | Killed a greater mummy
491753 | Zig:10   | Killed a greater mummy
491754 | Zig:10   | Noticed a greater mummy
491754 | Zig:10   | Noticed a greater mummy
491754 | Zig:10   | Noticed a greater mummy
491757 | Zig:10   | Killed a greater mummy
491757 | Zig:10   | Killed a greater mummy
491759 | Zig:10   | Killed a greater mummy
491759 | Zig:10   | Killed a greater mummy
491759 | Zig:10   | Killed a greater mummy
491766 | Zig:10   | Got a steaming glass ring
491768 | Zig:10   | Identified the ring of Wiedysuph {rC- Str+6 Int+3 Dex+3} (You found it on level 10 of a ziggurat)
491770 | Zig:10   | Got a twitching graven amulet
491771 | Zig:10   | Identified the amulet "Sunis" {Faith Str+4} (You found it on level 10 of a ziggurat)
491848 | Zig:10   | Identified the +9 broad axe of Abomination {chop, MR+} (You found it on level 10 of a ziggurat)
491875 | Zig:11   | Entered Level 11 of a ziggurat
491875 | Zig:11   | Noticed a greater mummy
491875 | Zig:11   | Noticed a greater mummy
491875 | Zig:11   | Noticed a greater mummy
491875 | Zig:11   | Noticed a greater mummy
491875 | Zig:11   | Noticed a greater mummy
491875 | Zig:11   | Noticed a greater mummy
491876 | Zig:11   | Killed a greater mummy
491877 | Zig:11   | Noticed a greater mummy
491877 | Zig:11   | Noticed a greater mummy
491877 | Zig:11   | Noticed a greater mummy
491878 | Zig:11   | Noticed a greater mummy
491878 | Zig:11   | Killed a greater mummy
491878 | Zig:11   | Killed a greater mummy
491878 | Zig:11   | Killed a greater mummy
491878 | Zig:11   | Killed a greater mummy
491878 | Zig:11   | Killed a greater mummy
491879 | Zig:11   | Noticed a greater mummy
491879 | Zig:11   | Noticed a greater mummy
491880 | Zig:11   | Noticed a greater mummy
491880 | Zig:11   | Killed a greater mummy
491881 | Zig:11   | Noticed a greater mummy
491881 | Zig:11   | Killed a greater mummy
491881 | Zig:11   | Killed a greater mummy
491881 | Zig:11   | Killed a greater mummy
491882 | Zig:11   | Killed a greater mummy
491883 | Zig:11   | Noticed a greater mummy
491883 | Zig:11   | Noticed a greater mummy
491884 | Zig:11   | Noticed a greater mummy
491884 | Zig:11   | Noticed a greater mummy
491884 | Zig:11   | Noticed a greater mummy
491884 | Zig:11   | Noticed a greater mummy
491885 | Zig:11   | Killed a greater mummy
491885 | Zig:11   | Killed a greater mummy
491885 | Zig:11   | Killed a greater mummy
491885 | Zig:11   | Killed a greater mummy
491887 | Zig:11   | Noticed a greater mummy
491887 | Zig:11   | Killed a greater mummy
491888 | Zig:11   | Noticed a greater mummy
491888 | Zig:11   | Noticed a greater mummy
491888 | Zig:11   | Killed a greater mummy
491888 | Zig:11   | Killed a greater mummy
491888 | Zig:11   | Killed a greater mummy
491889 | Zig:11   | Noticed a greater mummy
491889 | Zig:11   | Noticed a greater mummy
491890 | Zig:11   | Noticed a greater mummy
491890 | Zig:11   | Noticed a greater mummy
491890 | Zig:11   | Noticed a greater mummy
491890 | Zig:11   | Noticed a greater mummy
491890 | Zig:11   | Noticed a greater mummy
491890 | Zig:11   | Noticed a greater mummy
491891 | Zig:11   | Noticed a greater mummy
491893 | Zig:11   | Killed a greater mummy
491893 | Zig:11   | Killed a greater mummy
491893 | Zig:11   | Killed a greater mummy
491894 | Zig:11   | Noticed a greater mummy
491894 | Zig:11   | Killed a greater mummy
491894 | Zig:11   | Killed a greater mummy
491894 | Zig:11   | Killed a greater mummy
491894 | Zig:11   | Killed a greater mummy
491894 | Zig:11   | Killed a greater mummy
491894 | Zig:11   | Killed a greater mummy
491894 | Zig:11   | Killed a greater mummy
491894 | Zig:11   | Killed a greater mummy
491898 | Zig:11   | Killed a greater mummy
491899 | Zig:11   | Killed a greater mummy
491901 | Zig:11   | Killed a greater mummy
491924 | Zig:11   | Got a flickering bone ring
491926 | Zig:11   | Identified the ring "Gerearr" {Ice *Slow Str+2 Slay+5} (You found it on level 11 of a ziggurat)
491933 | Zig:11   | Got a twitching platinum amulet
491935 | Zig:11   | Identified the amulet of Dyecif {RegenMP rPois Str+4 Int-2} (You found it on level 11 of a ziggurat)
491943 | Zig:11   | Got an ancient graven amulet
491944 | Zig:11   | Identified the amulet of Otontexo {Inacc Int+5} (You found it on level 11 of a ziggurat)
491978 | Zig:11   | Identified the cursed +1 pearl dragon scales "Sotaor" {rPois rN+ Int+4 Stlth+} (You found it on level 11 of a ziggurat)
491987 | Zig:11   | Identified the -4 helmet "Voreir" {Str+4} (You found it on level 11 of a ziggurat)
491999 | Zig:12   | Entered Level 12 of a ziggurat
491999 | Zig:12   | Noticed an ancient lich
491999 | Zig:12   | Noticed an ancient lich
491999 | Zig:12   | Noticed an ancient lich
491999 | Zig:12   | Noticed an ancient lich
491999 | Zig:12   | Noticed an ancient lich
491999 | Zig:12   | Noticed an ancient lich
491999 | Zig:12   | Noticed an ancient lich
491999 | Zig:12   | Noticed an ancient lich
491999 | Zig:12   | Noticed an ancient lich
491999 | Zig:12   | Noticed an ancient lich
491999 | Zig:12   | Noticed an ancient lich
491999 | Zig:12   | Noticed an ancient lich
491999 | Zig:12   | Noticed an ancient lich
491999 | Zig:12   | Noticed an ancient lich
491999 | Zig:12   | Noticed an ancient lich
491999 | Zig:12   | Noticed an ancient lich
491999 | Zig:12   | Noticed an ancient lich
491999 | Zig:12   | Noticed an ancient lich
491999 | Zig:12   | Noticed an ancient lich
491999 | Zig:12   | Noticed an ancient lich
491999 | Zig:12   | Noticed an ancient lich
491999 | Zig:12   | Noticed an ancient lich
492000 | Zig:12   | Killed an ancient lich
492000 | Zig:12   | Killed an ancient lich
492000 | Zig:12   | Killed an ancient lich
492000 | Zig:12   | Killed an ancient lich
492000 | Zig:12   | Killed an ancient lich
492000 | Zig:12   | Killed an ancient lich
492000 | Zig:12   | Killed an ancient lich
492000 | Zig:12   | Killed an ancient lich
492000 | Zig:12   | Killed an ancient lich
492000 | Zig:12   | Killed an ancient lich
492000 | Zig:12   | Killed an ancient lich
492001 | Zig:12   | Noticed an ancient lich
492001 | Zig:12   | Noticed an ancient lich
492001 | Zig:12   | Noticed an ancient lich
492001 | Zig:12   | Killed an ancient lich
492001 | Zig:12   | Killed an ancient lich
492001 | Zig:12   | Killed an ancient lich
492001 | Zig:12   | Killed an ancient lich
492001 | Zig:12   | Killed an ancient lich
492001 | Zig:12   | Killed an ancient lich
492001 | Zig:12   | Killed an ancient lich
492001 | Zig:12   | Killed an ancient lich
492001 | Zig:12   | Killed an ancient lich
492001 | Zig:12   | Killed an ancient lich
492001 | Zig:12   | Killed an ancient lich
492001 | Zig:12   | Killed an ancient lich
492001 | Zig:12   | Killed an ancient lich
492001 | Zig:12   | Noticed an ancient lich
492002 | Zig:12   | Noticed an ancient lich
492002 | Zig:12   | Noticed an ancient lich
492002 | Zig:12   | Noticed an ancient lich
492002 | Zig:12   | Noticed an ancient lich
492002 | Zig:12   | Noticed an ancient lich
492002 | Zig:12   | Noticed an ancient lich
492002 | Zig:12   | Noticed an ancient lich
492002 | Zig:12   | Noticed an ancient lich
492003 | Zig:12   | Noticed an ancient lich
492004 | Zig:12   | Noticed an ancient lich
492004 | Zig:12   | Noticed an ancient lich
492004 | Zig:12   | Killed an ancient lich
492005 | Zig:12   | Noticed an ancient lich
492005 | Zig:12   | Noticed an ancient lich
492005 | Zig:12   | Killed an ancient lich
492005 | Zig:12   | Killed an ancient lich
492005 | Zig:12   | Killed an ancient lich
492005 | Zig:12   | Killed an ancient lich
492006 | Zig:12   | Noticed an ancient lich
492006 | Zig:12   | Noticed an ancient lich
492006 | Zig:12   | Noticed an ancient lich
492006 | Zig:12   | Noticed an ancient lich
492006 | Zig:12   | Noticed an ancient lich
492006 | Zig:12   | Noticed an ancient lich
492006 | Zig:12   | Noticed an ancient lich
492006 | Zig:12   | Noticed an ancient lich
492006 | Zig:12   | Killed an ancient lich
492006 | Zig:12   | Killed an ancient lich
492006 | Zig:12   | Killed an ancient lich
492006 | Zig:12   | Killed an ancient lich
492006 | Zig:12   | Killed an ancient lich
492006 | Zig:12   | Killed an ancient lich
492006 | Zig:12   | Killed an ancient lich
492006 | Zig:12   | Killed an ancient lich
492007 | Zig:12   | Noticed an ancient lich
492007 | Zig:12   | Noticed an ancient lich
492007 | Zig:12   | Noticed an ancient lich
492007 | Zig:12   | Noticed an ancient lich
492007 | Zig:12   | Noticed an ancient lich
492007 | Zig:12   | Killed an ancient lich
492008 | Zig:12   | Noticed an ancient lich
492008 | Zig:12   | Noticed an ancient lich
492008 | Zig:12   | Noticed an ancient lich
492008 | Zig:12   | Noticed an ancient lich
492008 | Zig:12   | Noticed an ancient lich
492008 | Zig:12   | Noticed an ancient lich
492008 | Zig:12   | Noticed an ancient lich
492008 | Zig:12   | Noticed an ancient lich
492008 | Zig:12   | Noticed an ancient lich
492008 | Zig:12   | Noticed an ancient lich
492008 | Zig:12   | Noticed an ancient lich
492008 | Zig:12   | Noticed an ancient lich
492008 | Zig:12   | Killed an ancient lich
492008 | Zig:12   | Killed an ancient lich
492008 | Zig:12   | Killed an ancient lich
492008 | Zig:12   | Killed an ancient lich
492008 | Zig:12   | Killed an ancient lich
492009 | Zig:12   | Noticed an ancient lich
492009 | Zig:12   | Noticed an ancient lich
492009 | Zig:12   | Noticed an ancient lich
492009 | Zig:12   | Noticed an ancient lich
492009 | Zig:12   | Noticed an ancient lich
492009 | Zig:12   | Noticed an ancient lich
492010 | Zig:12   | Noticed an ancient lich
492010 | Zig:12   | Noticed an ancient lich
492011 | Zig:12   | Noticed an ancient lich
492011 | Zig:12   | Noticed an ancient lich
492011 | Zig:12   | Killed an ancient lich
492011 | Zig:12   | Killed an ancient lich
492011 | Zig:12   | Killed an ancient lich
492011 | Zig:12   | Killed an ancient lich
492011 | Zig:12   | Killed an ancient lich
492011 | Zig:12   | Killed an ancient lich
492011 | Zig:12   | Killed an ancient lich
492011 | Zig:12   | Killed an ancient lich
492011 | Zig:12   | Killed an ancient lich
492011 | Zig:12   | Killed an ancient lich
492011 | Zig:12   | Killed an ancient lich
492011 | Zig:12   | Killed an ancient lich
492011 | Zig:12   | Killed an ancient lich
492011 | Zig:12   | Killed an ancient lich
492011 | Zig:12   | Killed an ancient lich
492011 | Zig:12   | Killed an ancient lich
492011 | Zig:12   | Killed an ancient lich
492011 | Zig:12   | Killed an ancient lich
492011 | Zig:12   | Killed an ancient lich
492011 | Zig:12   | Killed an ancient lich
492011 | Zig:12   | Killed an ancient lich
492011 | Zig:12   | Killed an ancient lich
492011 | Zig:12   | Killed an ancient lich
492011 | Zig:12   | Killed an ancient lich
492012 | Zig:12   | Noticed an ancient lich
492012 | Zig:12   | Killed an ancient lich
492012 | Zig:12   | Killed an ancient lich
492012 | Zig:12   | Killed an ancient lich
492012 | Zig:12   | Killed an ancient lich
492012 | Zig:12   | Killed an ancient lich
492013 | Zig:12   | Noticed an ancient lich
492013 | Zig:12   | Noticed an ancient lich
492013 | Zig:12   | Noticed an ancient lich
492013 | Zig:12   | Noticed an ancient lich
492013 | Zig:12   | Noticed an ancient lich
492013 | Zig:12   | Noticed an ancient lich
492013 | Zig:12   | Noticed an ancient lich
492013 | Zig:12   | Noticed an ancient lich
492013 | Zig:12   | Noticed an ancient lich
492014 | Zig:12   | Noticed an ancient lich
492014 | Zig:12   | Noticed an ancient lich
492014 | Zig:12   | Noticed an ancient lich
492014 | Zig:12   | Noticed an ancient lich
492015 | Zig:12   | Noticed an ancient lich
492015 | Zig:12   | Noticed an ancient lich
492015 | Zig:12   | Killed an ancient lich
492015 | Zig:12   | Killed an ancient lich
492016 | Zig:12   | Noticed an ancient lich
492016 | Zig:12   | Killed an ancient lich
492017 | Zig:12   | Noticed an ancient lich
492017 | Zig:12   | Noticed an ancient lich
492017 | Zig:12   | Killed an ancient lich
492017 | Zig:12   | Killed an ancient lich
492017 | Zig:12   | Killed an ancient lich
492018 | Zig:12   | Noticed an ancient lich
492018 | Zig:12   | Noticed an ancient lich
492018 | Zig:12   | Noticed an ancient lich
492018 | Zig:12   | Killed an ancient lich
492018 | Zig:12   | Killed an ancient lich
492018 | Zig:12   | Killed an ancient lich
492018 | Zig:12   | Killed an ancient lich
492018 | Zig:12   | Killed an ancient lich
492018 | Zig:12   | Killed an ancient lich
492018 | Zig:12   | Killed an ancient lich
492018 | Zig:12   | Killed an ancient lich
492019 | Zig:12   | Noticed an ancient lich
492019 | Zig:12   | Killed an ancient lich
492019 | Zig:12   | Killed an ancient lich
492019 | Zig:12   | Killed an ancient lich
492019 | Zig:12   | Killed an ancient lich
492019 | Zig:12   | Killed an ancient lich
492020 | Zig:12   | Noticed an ancient lich
492021 | Zig:12   | Killed an ancient lich
492021 | Zig:12   | Killed an ancient lich
492021 | Zig:12   | Killed an ancient lich
492021 | Zig:12   | Killed an ancient lich
492021 | Zig:12   | Killed an ancient lich
492021 | Zig:12   | Killed an ancient lich
492022 | Zig:12   | Noticed an ancient lich
492025 | Zig:12   | Noticed an ancient lich
492027 | Zig:12   | Killed an ancient lich
492028 | Zig:12   | Killed an ancient lich
492030 | Zig:12   | Killed an ancient lich
492052 | Zig:12   | Identified Suzit's Grimoire of Slavery
492140 | Zig:12   | Got a crude jade ring
492142 | Zig:12   | Identified the cursed ring "Emaz" {+Fly MR+ Str+3 Dex-4} (You found it on level 12 of a ziggurat)
492160 | Zig:12   | Got a transparent granite ring
492164 | Zig:12   | Identified the ring "Tiges" {rF- AC+3 Str+4 SInv} (You found it on level 12 of a ziggurat)
492205 | Zig:13   | Entered Level 13 of a ziggurat
492234 | Zig:13   | Noticed Hoacu the pandemonium lord
492257 | Zig:13   | Killed Hoacu the pandemonium lord
492319 | Zig:13   | Identified the Tome of Warped Boosts
492333 | Zig:13   | Got a glittering jade ring
492335 | Zig:13   | Identified the ring "Plog" {Fire rElec Str+4 Dex-5} (You found it on level 13 of a ziggurat)
492440 | Zig:14   | Entered Level 14 of a ziggurat
492620 | Zig:14   | Got a scorched brass ring
492622 | Zig:14   | Identified the ring of Kihuo {+Blink rN+ Int+2 Dex+4} (You found it on level 14 of a ziggurat)
492665 | Zig:14   | Got a scorched iron ring
492666 | Zig:14   | Identified the ring of Mekhle Uhupp {Fire Str+6} (You found it on level 14 of a ziggurat)
492725 | Zig:15   | Entered Level 15 of a ziggurat
492826 | Zig:15   | Got a pitted jade ring
492828 | Zig:15   | Identified the ring of Gackacw {rElec rC- Str+4 Dex+7} (You found it on level 15 of a ziggurat)
492963 | Zig:16   | Entered Level 16 of a ziggurat
493272 | Zig:16   | Got a warped tin amulet
493275 | Zig:16   | Identified the amulet "Weuntoz" {*Slow rC+ Regen+ Str+5 Dex+2 Stlth+} (You found it on level 16 of a ziggurat)
493302 | Zig:16   | Identified the Tome of Calling and the Snowflakes
493306 | Zig:16   | Got a clouded tin ring
493308 | Zig:16   | Identified the ring "Yhif" {rC+ rN++ Stlth+} (You found it on level 16 of a ziggurat)
493398 | Zig:16   | Identified the +0 pair of gloves "Malie" {rElec Str+3} (You found it on level 16 of a ziggurat)
493421 | Zig:17   | Entered Level 17 of a ziggurat
493421 | Zig:17   | Noticed an ancient lich
493421 | Zig:17   | Noticed an ancient lich
493421 | Zig:17   | Noticed an ancient lich
493421 | Zig:17   | Noticed an ancient lich
493421 | Zig:17   | Noticed an ancient lich
493421 | Zig:17   | Noticed an ancient lich
493421 | Zig:17   | Noticed an ancient lich
493421 | Zig:17   | Noticed an ancient lich
493421 | Zig:17   | Noticed an ancient lich
493421 | Zig:17   | Noticed an ancient lich
493421 | Zig:17   | Noticed an ancient lich
493421 | Zig:17   | Noticed an ancient lich
493421 | Zig:17   | Noticed an ancient lich
493421 | Zig:17   | Noticed an ancient lich
493421 | Zig:17   | Noticed an ancient lich
493421 | Zig:17   | Noticed an ancient lich
493421 | Zig:17   | Noticed an ancient lich
493421 | Zig:17   | Noticed an ancient lich
493421 | Zig:17   | Noticed an ancient lich
493421 | Zig:17   | Noticed an ancient lich
493421 | Zig:17   | Noticed an ancient lich
493422 | Zig:17   | Killed an ancient lich
493422 | Zig:17   | Killed an ancient lich
493422 | Zig:17   | Killed an ancient lich
493422 | Zig:17   | Killed an ancient lich
493422 | Zig:17   | Killed an ancient lich
493422 | Zig:17   | Killed an ancient lich
493422 | Zig:17   | Killed an ancient lich
493422 | Zig:17   | Killed an ancient lich
493422 | Zig:17   | Killed an ancient lich
493423 | Zig:17   | Noticed an ancient lich
493423 | Zig:17   | Noticed an ancient lich
493423 | Zig:17   | Noticed an ancient lich
493423 | Zig:17   | Noticed an ancient lich
493423 | Zig:17   | Noticed an ancient lich
493423 | Zig:17   | Noticed an ancient lich
493423 | Zig:17   | Noticed an ancient lich
493423 | Zig:17   | Noticed an ancient lich
493423 | Zig:17   | Killed an ancient lich
493423 | Zig:17   | Killed an ancient lich
493423 | Zig:17   | Killed an ancient lich
493423 | Zig:17   | Killed an ancient lich
493423 | Zig:17   | Killed an ancient lich
493423 | Zig:17   | Killed an ancient lich
493423 | Zig:17   | Killed an ancient lich
493423 | Zig:17   | Killed an ancient lich
493423 | Zig:17   | Killed an ancient lich
493423 | Zig:17   | Killed an ancient lich
493423 | Zig:17   | Killed an ancient lich
493423 | Zig:17   | Killed an ancient lich
493424 | Zig:17   | Noticed an ancient lich
493424 | Zig:17   | Noticed an ancient lich
493424 | Zig:17   | Noticed an ancient lich
493424 | Zig:17   | Killed an ancient lich
493425 | Zig:17   | Noticed an ancient lich
493425 | Zig:17   | Killed an ancient lich
493426 | Zig:17   | Noticed an ancient lich
493426 | Zig:17   | Noticed an ancient lich
493426 | Zig:17   | Noticed an ancient lich
493426 | Zig:17   | Killed an ancient lich
493426 | Zig:17   | Killed an ancient lich
493427 | Zig:17   | Noticed an ancient lich
493427 | Zig:17   | Killed an ancient lich
493427 | Zig:17   | Killed an ancient lich
493428 | Zig:17   | Noticed an ancient lich
493428 | Zig:17   | Noticed an ancient lich
493428 | Zig:17   | Killed an ancient lich
493428 | Zig:17   | Killed an ancient lich
493428 | Zig:17   | Killed an ancient lich
493429 | Zig:17   | Noticed an ancient lich
493429 | Zig:17   | Noticed an ancient lich
493429 | Zig:17   | Noticed an ancient lich
493429 | Zig:17   | Noticed an ancient lich
493429 | Zig:17   | Noticed an ancient lich
493429 | Zig:17   | Noticed an ancient lich
493429 | Zig:17   | Killed an ancient lich
493429 | Zig:17   | Killed an ancient lich
493429 | Zig:17   | Killed an ancient lich
493429 | Zig:17   | Killed an ancient lich
493430 | Zig:17   | Noticed an ancient lich
493430 | Zig:17   | Noticed an ancient lich
493430 | Zig:17   | Noticed an ancient lich
493430 | Zig:17   | Noticed an ancient lich
493430 | Zig:17   | Noticed an ancient lich
493430 | Zig:17   | Killed an ancient lich
493430 | Zig:17   | Noticed an ancient lich
493431 | Zig:17   | Noticed an ancient lich
493431 | Zig:17   | Noticed an ancient lich
493431 | Zig:17   | Noticed an ancient lich
493431 | Zig:17   | Noticed an ancient lich
493432 | Zig:17   | Noticed an ancient lich
493432 | Zig:17   | Noticed an ancient lich
493432 | Zig:17   | Noticed an ancient lich
493432 | Zig:17   | Noticed an ancient lich
493432 | Zig:17   | Noticed an ancient lich
493432 | Zig:17   | Noticed an ancient lich
493433 | Zig:17   | Noticed an ancient lich
493433 | Zig:17   | Noticed an ancient lich
493433 | Zig:17   | Killed an ancient lich
493433 | Zig:17   | Killed an ancient lich
493433 | Zig:17   | Killed an ancient lich
493433 | Zig:17   | Killed an ancient lich
493433 | Zig:17   | Killed an ancient lich
493433 | Zig:17   | Killed an ancient lich
493433 | Zig:17   | Killed an ancient lich
493433 | Zig:17   | Killed an ancient lich
493433 | Zig:17   | Killed an ancient lich
493433 | Zig:17   | Killed an ancient lich
493433 | Zig:17   | Killed an ancient lich
493433 | Zig:17   | Killed an ancient lich
493433 | Zig:17   | Killed an ancient lich
493433 | Zig:17   | Killed an ancient lich
493433 | Zig:17   | Killed an ancient lich
493433 | Zig:17   | Killed an ancient lich
493433 | Zig:17   | Killed an ancient lich
493434 | Zig:17   | Noticed an ancient lich
493434 | Zig:17   | Noticed an ancient lich
493434 | Zig:17   | Noticed an ancient lich
493434 | Zig:17   | Noticed an ancient lich
493434 | Zig:17   | Noticed an ancient lich
493434 | Zig:17   | Killed an ancient lich
493434 | Zig:17   | Killed an ancient lich
493434 | Zig:17   | Killed an ancient lich
493434 | Zig:17   | Killed an ancient lich
493434 | Zig:17   | Killed an ancient lich
493434 | Zig:17   | Killed an ancient lich
493434 | Zig:17   | Killed an ancient lich
493434 | Zig:17   | Killed an ancient lich
493434 | Zig:17   | Killed an ancient lich
493434 | Zig:17   | Killed an ancient lich
493434 | Zig:17   | Killed an ancient lich
493434 | Zig:17   | Killed an ancient lich
493434 | Zig:17   | Killed an ancient lich
493435 | Zig:17   | Noticed an ancient lich
493435 | Zig:17   | Noticed an ancient lich
493435 | Zig:17   | Noticed an ancient lich
493435 | Zig:17   | Noticed an ancient lich
493435 | Zig:17   | Noticed an ancient lich
493435 | Zig:17   | Noticed an ancient lich
493435 | Zig:17   | Noticed an ancient lich
493435 | Zig:17   | Noticed an ancient lich
493435 | Zig:17   | Noticed an ancient lich
493436 | Zig:17   | Noticed an ancient lich
493436 | Zig:17   | Noticed an ancient lich
493436 | Zig:17   | Noticed an ancient lich
493437 | Zig:17   | Noticed an ancient lich
493437 | Zig:17   | Noticed an ancient lich
493437 | Zig:17   | Noticed an ancient lich
493437 | Zig:17   | Killed an ancient lich
493437 | Zig:17   | Killed an ancient lich
493437 | Zig:17   | Noticed an ancient lich
493437 | Zig:17   | Noticed an ancient lich
493438 | Zig:17   | Noticed an ancient lich
493438 | Zig:17   | Noticed an ancient lich
493438 | Zig:17   | Noticed an ancient lich
493438 | Zig:17   | Killed an ancient lich
493439 | Zig:17   | Noticed an ancient lich
493439 | Zig:17   | Noticed an ancient lich
493439 | Zig:17   | Noticed an ancient lich
493439 | Zig:17   | Killed an ancient lich
493439 | Zig:17   | Killed an ancient lich
493439 | Zig:17   | Killed an ancient lich
493439 | Zig:17   | Killed an ancient lich
493439 | Zig:17   | Killed an ancient lich
493439 | Zig:17   | Killed an ancient lich
493439 | Zig:17   | Killed an ancient lich
493439 | Zig:17   | Killed an ancient lich
493439 | Zig:17   | Killed an ancient lich
493439 | Zig:17   | Killed an ancient lich
493439 | Zig:17   | Killed an ancient lich
493439 | Zig:17   | Killed an ancient lich
493439 | Zig:17   | Killed an ancient lich
493439 | Zig:17   | Killed an ancient lich
493439 | Zig:17   | Killed an ancient lich
493440 | Zig:17   | Noticed an ancient lich
493440 | Zig:17   | Noticed an ancient lich
493440 | Zig:17   | Noticed an ancient lich
493440 | Zig:17   | Noticed an ancient lich
493440 | Zig:17   | Noticed an ancient lich
493440 | Zig:17   | Killed an ancient lich
493440 | Zig:17   | Killed an ancient lich
493440 | Zig:17   | Killed an ancient lich
493440 | Zig:17   | Killed an ancient lich
493441 | Zig:17   | Noticed an ancient lich
493441 | Zig:17   | Noticed an ancient lich
493441 | Zig:17   | Noticed an ancient lich
493441 | Zig:17   | Noticed an ancient lich
493441 | Zig:17   | Noticed an ancient lich
493441 | Zig:17   | Noticed an ancient lich
493441 | Zig:17   | Noticed an ancient lich
493441 | Zig:17   | Killed an ancient lich
493441 | Zig:17   | Killed an ancient lich
493441 | Zig:17   | Killed an ancient lich
493441 | Zig:17   | Killed an ancient lich
493442 | Zig:17   | Noticed an ancient lich
493442 | Zig:17   | Noticed an ancient lich
493442 | Zig:17   | Noticed an ancient lich
493442 | Zig:17   | Noticed an ancient lich
493442 | Zig:17   | Noticed an ancient lich
493442 | Zig:17   | Noticed an ancient lich
493442 | Zig:17   | Noticed an ancient lich
493442 | Zig:17   | Noticed an ancient lich
493442 | Zig:17   | Noticed an ancient lich
493443 | Zig:17   | Noticed an ancient lich
493443 | Zig:17   | Noticed an ancient lich
493443 | Zig:17   | Noticed an ancient lich
493443 | Zig:17   | Killed an ancient lich
493443 | Zig:17   | Killed an ancient lich
493443 | Zig:17   | Killed an ancient lich
493443 | Zig:17   | Killed an ancient lich
493443 | Zig:17   | Killed an ancient lich
493443 | Zig:17   | Killed an ancient lich
493443 | Zig:17   | Killed an ancient lich
493443 | Zig:17   | Killed an ancient lich
493443 | Zig:17   | Killed an ancient lich
493443 | Zig:17   | Killed an ancient lich
493443 | Zig:17   | Killed an ancient lich
493443 | Zig:17   | Killed an ancient lich
493443 | Zig:17   | Killed an ancient lich
493443 | Zig:17   | Killed an ancient lich
493443 | Zig:17   | Killed an ancient lich
493443 | Zig:17   | Killed an ancient lich
493443 | Zig:17   | Killed an ancient lich
493444 | Zig:17   | Noticed an ancient lich
493444 | Zig:17   | Noticed an ancient lich
493444 | Zig:17   | Noticed an ancient lich
493444 | Zig:17   | Noticed an ancient lich
493445 | Zig:17   | Noticed an ancient lich
493445 | Zig:17   | Noticed an ancient lich
493445 | Zig:17   | Noticed an ancient lich
493445 | Zig:17   | Noticed an ancient lich
493446 | Zig:17   | Noticed an ancient lich
493448 | Zig:17   | Killed an ancient lich
493448 | Zig:17   | Killed an ancient lich
493448 | Zig:17   | Killed an ancient lich
493448 | Zig:17   | Killed an ancient lich
493448 | Zig:17   | Killed an ancient lich
493448 | Zig:17   | Killed an ancient lich
493448 | Zig:17   | Killed an ancient lich
493448 | Zig:17   | Killed an ancient lich
493448 | Zig:17   | Killed an ancient lich
493448 | Zig:17   | Killed an ancient lich
493448 | Zig:17   | Killed an ancient lich
493448 | Zig:17   | Killed an ancient lich
493449 | Zig:17   | Noticed an ancient lich
493449 | Zig:17   | Noticed an ancient lich
493449 | Zig:17   | Noticed an ancient lich
493449 | Zig:17   | Killed an ancient lich
493449 | Zig:17   | Killed an ancient lich
493449 | Zig:17   | Killed an ancient lich
493449 | Zig:17   | Killed an ancient lich
493450 | Zig:17   | Noticed an ancient lich
493450 | Zig:17   | Noticed an ancient lich
493450 | Zig:17   | Noticed an ancient lich
493451 | Zig:17   | Killed an ancient lich
493452 | Zig:17   | Noticed an ancient lich
493452 | Zig:17   | Noticed an ancient lich
493453 | Zig:17   | Noticed an ancient lich
493453 | Zig:17   | Killed an ancient lich
493453 | Zig:17   | Killed an ancient lich
493453 | Zig:17   | Killed an ancient lich
493453 | Zig:17   | Killed an ancient lich
493453 | Zig:17   | Killed an ancient lich
493453 | Zig:17   | Killed an ancient lich
493453 | Zig:17   | Killed an ancient lich
493454 | Zig:17   | Killed an ancient lich
493487 | Zig:17   | Got a coiled silver ring
493489 | Zig:17   | Identified the ring of Yfed {*Corrode rF+ rC+ rN+ Dex+4} (You found it on level 17 of a ziggurat)
493495 | Zig:17   | Got a transparent steel ring
493496 | Zig:17   | Identified the ring "Jeofiple" {Wiz rF+} (You found it on level 17 of a ziggurat)
493517 | Zig:17   | Got an ancient amber ring
493518 | Zig:17   | Identified the ring of Ducketystre {rF- Int+3 SInv Stlth+} (You found it on level 17 of a ziggurat)
493668 | Zig:17   | Identified the +2 pair of gloves of Salvation {rPois rC- Int+4} (You found it on level 17 of a ziggurat)
493693 | Zig:17   | Identified The Volume of Greatest Risks and Utility
493704 | Zig:18   | Entered Level 18 of a ziggurat
493774 | Zig:18   | Got a sparkling iron ring
493776 | Zig:18   | Identified the ring of Esyes {+Inv rElec rF+ Int+2 Dex+4} (You found it on level 18 of a ziggurat)
494107 | Zig:18   | Identified the +1 pair of gloves of the Stars {MP+9} (You found it on level 18 of a ziggurat)
494142 | Zig:19   | Entered Level 19 of a ziggurat
494142 | Zig:19   | Noticed an ancient lich
494142 | Zig:19   | Noticed an ancient lich
494142 | Zig:19   | Noticed an ancient lich
494142 | Zig:19   | Noticed an ancient lich
494142 | Zig:19   | Noticed an ancient lich
494142 | Zig:19   | Noticed an ancient lich
494142 | Zig:19   | Noticed an ancient lich
494143 | Zig:19   | Killed an ancient lich
494143 | Zig:19   | Killed an ancient lich
494144 | Zig:19   | Noticed an ancient lich
494144 | Zig:19   | Noticed an ancient lich
494144 | Zig:19   | Killed an ancient lich
494144 | Zig:19   | Killed an ancient lich
494144 | Zig:19   | Killed an ancient lich
494144 | Zig:19   | Killed an ancient lich
494144 | Zig:19   | Killed an ancient lich
494145 | Zig:19   | Noticed an ancient lich
494146 | Zig:19   | Noticed an ancient lich
494147 | Zig:19   | Killed an ancient lich
494148 | Zig:19   | Noticed an ancient lich
494148 | Zig:19   | Noticed an ancient lich
494148 | Zig:19   | Killed an ancient lich
494149 | Zig:19   | Noticed an ancient lich
494149 | Zig:19   | Killed an ancient lich
494150 | Zig:19   | Noticed an ancient lich
494150 | Zig:19   | Killed an ancient lich
494150 | Zig:19   | Killed an ancient lich
494151 | Zig:19   | Noticed an ancient lich
494151 | Zig:19   | Noticed an ancient lich
494151 | Zig:19   | Noticed an ancient lich
494151 | Zig:19   | Killed an ancient lich
494152 | Zig:19   | Noticed an ancient lich
494153 | Zig:19   | Noticed an ancient lich
494153 | Zig:19   | Noticed an ancient lich
494154 | Zig:19   | Noticed an ancient lich
494154 | Zig:19   | Killed an ancient lich
494154 | Zig:19   | Killed an ancient lich
494154 | Zig:19   | Killed an ancient lich
494154 | Zig:19   | Killed an ancient lich
494154 | Zig:19   | Killed an ancient lich
494154 | Zig:19   | Killed an ancient lich
494155 | Zig:19   | Noticed an ancient lich
494155 | Zig:19   | Noticed an ancient lich
494155 | Zig:19   | Killed an ancient lich
494156 | Zig:19   | Noticed an ancient lich
494157 | Zig:19   | Noticed an ancient lich
494157 | Zig:19   | Noticed an ancient lich
494157 | Zig:19   | Killed an ancient lich
494157 | Zig:19   | Killed an ancient lich
494158 | Zig:19   | Noticed an ancient lich
494158 | Zig:19   | Killed an ancient lich
494158 | Zig:19   | Killed an ancient lich
494159 | Zig:19   | Noticed an ancient lich
494159 | Zig:19   | Noticed an ancient lich
494159 | Zig:19   | Noticed an ancient lich
494160 | Zig:19   | Noticed an ancient lich
494160 | Zig:19   | Noticed an ancient lich
494160 | Zig:19   | Killed an ancient lich
494160 | Zig:19   | Killed an ancient lich
494160 | Zig:19   | Killed an ancient lich
494160 | Zig:19   | Killed an ancient lich
494160 | Zig:19   | Killed an ancient lich
494161 | Zig:19   | Noticed an ancient lich
494161 | Zig:19   | Noticed an ancient lich
494161 | Zig:19   | Noticed an ancient lich
494161 | Zig:19   | Noticed an ancient lich
494161 | Zig:19   | Noticed an ancient lich
494162 | Zig:19   | Noticed an ancient lich
494162 | Zig:19   | Noticed an ancient lich
494162 | Zig:19   | Noticed an ancient lich
494163 | Zig:19   | Noticed an ancient lich
494163 | Zig:19   | Killed an ancient lich
494163 | Zig:19   | Killed an ancient lich
494163 | Zig:19   | Killed an ancient lich
494163 | Zig:19   | Killed an ancient lich
494163 | Zig:19   | Killed an ancient lich
494163 | Zig:19   | Killed an ancient lich
494163 | Zig:19   | Killed an ancient lich
494163 | Zig:19   | Killed an ancient lich
494163 | Zig:19   | Killed an ancient lich
494163 | Zig:19   | Killed an ancient lich
494164 | Zig:19   | Noticed an ancient lich
494166 | Zig:19   | Noticed an ancient lich
494166 | Zig:19   | Killed an ancient lich
494166 | Zig:19   | Killed an ancient lich
494167 | Zig:19   | Noticed an ancient lich
494167 | Zig:19   | Noticed an ancient lich
494167 | Zig:19   | Noticed an ancient lich
494167 | Zig:19   | Killed an ancient lich
494168 | Zig:19   | Noticed an ancient lich
494169 | Zig:19   | Noticed an ancient lich
494169 | Zig:19   | Noticed an ancient lich
494169 | Zig:19   | Killed an ancient lich
494169 | Zig:19   | Killed an ancient lich
494169 | Zig:19   | Killed an ancient lich
494170 | Zig:19   | Killed an ancient lich
494170 | Zig:19   | Killed an ancient lich
494171 | Zig:19   | Noticed an ancient lich
494171 | Zig:19   | Killed an ancient lich
494171 | Zig:19   | Killed an ancient lich
494171 | Zig:19   | Killed an ancient lich
494172 | Zig:19   | Noticed an ancient lich
494172 | Zig:19   | Noticed an ancient lich
494172 | Zig:19   | Noticed an ancient lich
494172 | Zig:19   | Noticed an ancient lich
494172 | Zig:19   | Noticed an ancient lich
494173 | Zig:19   | Noticed an ancient lich
494173 | Zig:19   | Noticed an ancient lich
494174 | Zig:19   | Killed an ancient lich
494174 | Zig:19   | Killed an ancient lich
494174 | Zig:19   | Killed an ancient lich
494174 | Zig:19   | Killed an ancient lich
494174 | Zig:19   | Killed an ancient lich
494174 | Zig:19   | Killed an ancient lich
494177 | Zig:19   | Killed an ancient lich
494177 | Zig:19   | Killed an ancient lich
494234 | Zig:19   | Identified the +2 pair of gloves of Rationality {Dex+3 Slay-4 SInv} (You found it on level 19 of a ziggurat)
494578 | Zig:19   | Identified the Papyrus of Virous Good Luck
494586 | Zig:20   | Entered Level 20 of a ziggurat
494834 | Zig:20   | Got a bound bone ring
494836 | Zig:20   | Identified the ring "Aratyilom" {+Fly rF+ SInv} (You found it on level 20 of a ziggurat)
494938 | Zig:20   | Identified the +3 large shield of Sin {Int+6} (You took it off a daeva on level 20 of a ziggurat)
494940 | Zig:20   | Identified the cursed +0 large shield of the Orb {rF+ Int+3 SInv} (You took it off a daeva on level 20 of a ziggurat)
494943 | Zig:20   | Identified the cursed -12 large shield "Vuiq" {rF+} (You found it on level 20 of a ziggurat)
494948 | Zig:20   | Identified the +5 large shield of Hepliaklqana's Reproof {rPois rF+ Dex+2} (You took it off a daeva on level 20 of a ziggurat)
494950 | Zig:20   | Identified the +11 large shield of Uskayaw's Whim {Int+5 Dex-3} (You took it off a daeva on level 20 of a ziggurat)
494952 | Zig:20   | Identified the +2 large shield of Hecwes {rElec rF+ Dex+2} (You took it off a daeva on level 20 of a ziggurat)
494954 | Zig:20   | Identified the +7 large shield "Halup" {Str+4 Stlth+} (You took it off a daeva on level 20 of a ziggurat)
494957 | Zig:20   | Identified the +6 large shield of Feasting {Int+3} (You took it off a daeva on level 20 of a ziggurat)
494963 | Zig:20   | Identified the cursed +0 large shield of the Present {rPois Int-3 Dex+6} (You took it off a daeva on level 20 of a ziggurat)
494966 | Zig:20   | Identified the +0 large shield of the Land of Plenty {Str+3} (You took it off a daeva on level 20 of a ziggurat)
494969 | Zig:20   | Identified the +7 large shield of Apathy {Regen+ Dex+3} (You took it off a daeva on level 20 of a ziggurat)
494972 | Zig:20   | Identified the cursed -4 large shield of Autotheism {rC+ MR+} (You took it off a daeva on level 20 of a ziggurat)
495011 | Zig:21   | Entered Level 21 of a ziggurat
495089 | Zig:21   | Got a coiled sapphire amulet
495090 | Zig:21   | Identified the amulet "Ydez" {Faith rF- Str+6 Int-4} (You found it on level 21 of a ziggurat)
495308 | Zig:21   | Got a flickering marble ring
495310 | Zig:21   | Identified the ring "Jiydom" {Wiz rN+} (You found it on level 21 of a ziggurat)
495362 | Zig:21   | Got a flickering brass ring
495363 | Zig:21   | Identified the ring "Jimojima" {+Inv rN+ Str+2 Stlth+} (You found it on level 21 of a ziggurat)
495435 | Zig:21   | Identified the +6 broad axe of Poverty {speed, Int+6 Dex-4} (You found it on level 21 of a ziggurat)
495469 | Zig:22   | Entered Level 22 of a ziggurat
495535 | Zig:22   | Got a crude iron ring
495537 | Zig:22   | Identified the ring of Lady Luck {Wiz *Drain rN+ Str+6 Dex+4} (You found it on level 22 of a ziggurat)
495553 | Zig:22   | Identified Cigotuvi's Papyrus of Mutagenic Necromancy
495696 | Zig:22   | Identified Hiurph's Catalogue of the Vitriolic Rocks
495707 | Zig:23   | Entered Level 23 of a ziggurat
496005 | Zig:23   | Got a vibrating silver amulet
496006 | Zig:23   | Identified the amulet "Zummarur" {RegenMP rElec Stlth+} (You found it on level 23 of a ziggurat)
496019 | Zig:23   | Got a heavily runed marble ring
496021 | Zig:23   | Identified the ring of Xom's Malicious Joy {Fire MR++ Int+6 Slay-3} (You found it on level 23 of a ziggurat)
496249 | Zig:24   | Entered Level 24 of a ziggurat
496326 | Zig:24   | Killed an ancient lich
496349 | Zig:24   | Killed a starcursed mass
496401 | Zig:24   | Paralysed by accursed screaming for 1 turns
496448 | Zig:24   | Paralysed by accursed screaming for 1 turns
496476 | Zig:24   | Killed a starcursed mass
496476 | Zig:24   | Killed a starcursed mass
496497 | Zig:24   | Identified the Papyrus of Enthralling Benedictions
496534 | Zig:24   | Got a warped steel ring
496537 | Zig:24   | Identified the ring "Fipta" {AC+4 Dex+3} (You found it on level 24 of a ziggurat)
496541 | Zig:24   | Got a vibrating sapphire amulet
496542 | Zig:24   | Identified the amulet of the Messenger {Gourm Fragile rN+ Str+3 SInv} (You found it on level 24 of a ziggurat)
496692 | Zig:24   | Identified the +10 broad axe of Qamm {protect, *Contam rC+ Str+3} (You found it on level 24 of a ziggurat)
496698 | Zig:24   | Identified the +3 broad axe of Vengeance {drain, rF+ rC+} (You found it on level 24 of a ziggurat)
496699 | Zig:24   | Identified the Almanac of Harmful Malediction
496762 | Zig:25   | Entered Level 25 of a ziggurat
496768 | Zig:25   | Noticed a juggernaut
496768 | Zig:25   | Noticed a juggernaut
496769 | Zig:25   | Noticed a juggernaut
496769 | Zig:25   | Noticed a juggernaut
496769 | Zig:25   | Noticed a juggernaut
496770 | Zig:25   | Noticed a juggernaut
496771 | Zig:25   | Noticed a juggernaut
496772 | Zig:25   | Noticed a juggernaut
496775 | Zig:25   | Noticed a juggernaut
496776 | Zig:25   | Noticed a juggernaut
496776 | Zig:25   | Noticed a juggernaut
496776 | Zig:25   | Noticed a juggernaut
496776 | Zig:25   | Killed a juggernaut
496776 | Zig:25   | Killed a juggernaut
496776 | Zig:25   | Killed a juggernaut
496776 | Zig:25   | Killed a juggernaut
496776 | Zig:25   | Killed a juggernaut
496776 | Zig:25   | Killed a juggernaut
496776 | Zig:25   | Killed a juggernaut
496776 | Zig:25   | Killed a juggernaut
496777 | Zig:25   | Noticed a juggernaut
496777 | Zig:25   | Noticed a juggernaut
496777 | Zig:25   | Noticed a juggernaut
496777 | Zig:25   | Noticed a juggernaut
496777 | Zig:25   | Noticed a juggernaut
496777 | Zig:25   | Noticed a juggernaut
496778 | Zig:25   | Noticed a juggernaut
496778 | Zig:25   | Noticed a juggernaut
496778 | Zig:25   | Noticed a juggernaut
496778 | Zig:25   | Noticed a juggernaut
496779 | Zig:25   | Noticed a juggernaut
496779 | Zig:25   | Noticed a juggernaut
496780 | Zig:25   | Noticed a juggernaut
496780 | Zig:25   | Noticed a juggernaut
496780 | Zig:25   | Noticed a juggernaut
496780 | Zig:25   | Noticed a juggernaut
496781 | Zig:25   | Noticed a juggernaut
496781 | Zig:25   | Noticed a juggernaut
496782 | Zig:25   | Noticed a juggernaut
496782 | Zig:25   | Noticed a juggernaut
496782 | Zig:25   | Killed a juggernaut
496783 | Zig:25   | Noticed a juggernaut
496783 | Zig:25   | Noticed a juggernaut
496784 | Zig:25   | Noticed a juggernaut
496784 | Zig:25   | Noticed a juggernaut
496784 | Zig:25   | Noticed a juggernaut
496786 | Zig:25   | Noticed a juggernaut
496786 | Zig:25   | Noticed a juggernaut
496787 | Zig:25   | Noticed a juggernaut
496787 | Zig:25   | Noticed a juggernaut
496789 | Zig:25   | Killed a juggernaut
496789 | Zig:25   | Killed a juggernaut
496789 | Zig:25   | Killed a juggernaut
496789 | Zig:25   | Killed a juggernaut
496789 | Zig:25   | Killed a juggernaut
496789 | Zig:25   | Killed a juggernaut
496789 | Zig:25   | Killed a juggernaut
496789 | Zig:25   | Killed a juggernaut
496789 | Zig:25   | Killed a juggernaut
496789 | Zig:25   | Killed a juggernaut
496789 | Zig:25   | Killed a juggernaut
496789 | Zig:25   | Killed a juggernaut
496789 | Zig:25   | Killed a juggernaut
496789 | Zig:25   | Killed a juggernaut
496789 | Zig:25   | Killed a juggernaut
496789 | Zig:25   | Killed a juggernaut
496789 | Zig:25   | Killed a juggernaut
496789 | Zig:25   | Killed a juggernaut
496789 | Zig:25   | Killed a juggernaut
496789 | Zig:25   | Killed a juggernaut
496789 | Zig:25   | Killed a juggernaut
496789 | Zig:25   | Killed a juggernaut
496789 | Zig:25   | Killed a juggernaut
496789 | Zig:25   | Killed a juggernaut
496789 | Zig:25   | Killed a juggernaut
496789 | Zig:25   | Killed a juggernaut
496789 | Zig:25   | Killed a juggernaut
496789 | Zig:25   | Killed a juggernaut
496789 | Zig:25   | Killed a juggernaut
496790 | Zig:25   | Noticed a juggernaut
496790 | Zig:25   | Noticed a juggernaut
496790 | Zig:25   | Noticed a juggernaut
496790 | Zig:25   | Noticed a juggernaut
496790 | Zig:25   | Noticed a juggernaut
496790 | Zig:25   | Noticed a juggernaut
496791 | Zig:25   | Noticed a juggernaut
496791 | Zig:25   | Noticed a juggernaut
496791 | Zig:25   | Noticed a juggernaut
496794 | Zig:25   | Noticed a juggernaut
496794 | Zig:25   | Noticed a juggernaut
496796 | Zig:25   | Noticed a juggernaut
496797 | Zig:25   | Noticed a juggernaut
496797 | Zig:25   | Killed a juggernaut
496797 | Zig:25   | Killed a juggernaut
496797 | Zig:25   | Killed a juggernaut
496797 | Zig:25   | Killed a juggernaut
496797 | Zig:25   | Killed a juggernaut
496797 | Zig:25   | Killed a juggernaut
496797 | Zig:25   | Killed a juggernaut
496797 | Zig:25   | Killed a juggernaut
496797 | Zig:25   | Killed a juggernaut
496797 | Zig:25   | Killed a juggernaut
496797 | Zig:25   | Killed a juggernaut
496797 | Zig:25   | Killed a juggernaut
496797 | Zig:25   | Killed a juggernaut
496797 | Zig:25   | Killed a juggernaut
496798 | Zig:25   | Noticed a juggernaut
496798 | Zig:25   | Noticed a juggernaut
496798 | Zig:25   | Noticed a juggernaut
496798 | Zig:25   | Noticed a juggernaut
496798 | Zig:25   | Noticed a juggernaut
496798 | Zig:25   | Noticed a juggernaut
496798 | Zig:25   | Noticed a juggernaut
496798 | Zig:25   | Noticed a juggernaut
496798 | Zig:25   | Noticed a juggernaut
496798 | Zig:25   | Noticed a juggernaut
496798 | Zig:25   | Noticed a juggernaut
496798 | Zig:25   | Noticed a juggernaut
496799 | Zig:25   | Noticed a juggernaut
496799 | Zig:25   | Noticed a juggernaut
496799 | Zig:25   | Noticed a juggernaut
496799 | Zig:25   | Noticed a juggernaut
496799 | Zig:25   | Noticed a juggernaut
496799 | Zig:25   | Noticed a juggernaut
496799 | Zig:25   | Noticed a juggernaut
496800 | Zig:25   | Noticed a juggernaut
496800 | Zig:25   | Noticed a juggernaut
496800 | Zig:25   | Noticed a juggernaut
496801 | Zig:25   | Noticed a juggernaut
496801 | Zig:25   | Killed a juggernaut
496802 | Zig:25   | Noticed a juggernaut
496803 | Zig:25   | Noticed a juggernaut
496804 | Zig:25   | Noticed a juggernaut
496804 | Zig:25   | Killed a juggernaut
496804 | Zig:25   | Killed a juggernaut
496804 | Zig:25   | Killed a juggernaut
496804 | Zig:25   | Killed a juggernaut
496804 | Zig:25   | Killed a juggernaut
496804 | Zig:25   | Killed a juggernaut
496804 | Zig:25   | Killed a juggernaut
496804 | Zig:25   | Killed a juggernaut
496804 | Zig:25   | Killed a juggernaut
496804 | Zig:25   | Killed a juggernaut
496804 | Zig:25   | Killed a juggernaut
496804 | Zig:25   | Killed a juggernaut
496804 | Zig:25   | Killed a juggernaut
496804 | Zig:25   | Killed a juggernaut
496804 | Zig:25   | Killed a juggernaut
496804 | Zig:25   | Killed a juggernaut
496804 | Zig:25   | Killed a juggernaut
496804 | Zig:25   | Killed a juggernaut
496804 | Zig:25   | Killed a juggernaut
496804 | Zig:25   | Killed a juggernaut
496804 | Zig:25   | Killed a juggernaut
496804 | Zig:25   | Killed a juggernaut
496804 | Zig:25   | Killed a juggernaut
496804 | Zig:25   | Killed a juggernaut
496805 | Zig:25   | Noticed a juggernaut
496805 | Zig:25   | Noticed a juggernaut
496805 | Zig:25   | Noticed a juggernaut
496805 | Zig:25   | Noticed a juggernaut
496805 | Zig:25   | Noticed a juggernaut
496805 | Zig:25   | Noticed a juggernaut
496805 | Zig:25   | Noticed a juggernaut
496805 | Zig:25   | Noticed a juggernaut
496805 | Zig:25   | Noticed a juggernaut
496806 | Zig:25   | Noticed a juggernaut
496806 | Zig:25   | Noticed a juggernaut
496806 | Zig:25   | Noticed a juggernaut
496806 | Zig:25   | Noticed a juggernaut
496806 | Zig:25   | Noticed a juggernaut
496806 | Zig:25   | Noticed a juggernaut
496806 | Zig:25   | Noticed a juggernaut
496807 | Zig:25   | Noticed a juggernaut
496807 | Zig:25   | Noticed a juggernaut
496807 | Zig:25   | Noticed a juggernaut
496807 | Zig:25   | Noticed a juggernaut
496808 | Zig:25   | Noticed a juggernaut
496808 | Zig:25   | Noticed a juggernaut
496808 | Zig:25   | Killed a juggernaut
496809 | Zig:25   | Noticed a juggernaut
496809 | Zig:25   | Noticed a juggernaut
496809 | Zig:25   | Noticed a juggernaut
496810 | Zig:25   | Noticed a juggernaut
496810 | Zig:25   | Noticed a juggernaut
496810 | Zig:25   | Noticed a juggernaut
496811 | Zig:25   | Noticed a juggernaut
496811 | Zig:25   | Noticed a juggernaut
496811 | Zig:25   | Noticed a juggernaut
496811 | Zig:25   | Noticed a juggernaut
496812 | Zig:25   | Noticed a juggernaut
496812 | Zig:25   | Noticed a juggernaut
496812 | Zig:25   | Killed a juggernaut
496813 | Zig:25   | Killed a juggernaut
496813 | Zig:25   | Killed a juggernaut
496813 | Zig:25   | Killed a juggernaut
496813 | Zig:25   | Killed a juggernaut
496813 | Zig:25   | Killed a juggernaut
496813 | Zig:25   | Killed a juggernaut
496813 | Zig:25   | Killed a juggernaut
496813 | Zig:25   | Killed a juggernaut
496813 | Zig:25   | Killed a juggernaut
496813 | Zig:25   | Killed a juggernaut
496813 | Zig:25   | Killed a juggernaut
496813 | Zig:25   | Killed a juggernaut
496813 | Zig:25   | Killed a juggernaut
496813 | Zig:25   | Killed a juggernaut
496813 | Zig:25   | Killed a juggernaut
496813 | Zig:25   | Killed a juggernaut
496813 | Zig:25   | Killed a juggernaut
496813 | Zig:25   | Killed a juggernaut
496813 | Zig:25   | Killed a juggernaut
496813 | Zig:25   | Killed a juggernaut
496813 | Zig:25   | Killed a juggernaut
496813 | Zig:25   | Killed a juggernaut
496813 | Zig:25   | Killed a juggernaut
496813 | Zig:25   | Killed a juggernaut
496813 | Zig:25   | Killed a juggernaut
496813 | Zig:25   | Killed a juggernaut
496813 | Zig:25   | Killed a juggernaut
496813 | Zig:25   | Killed a juggernaut
496814 | Zig:25   | Noticed a juggernaut
496814 | Zig:25   | Noticed a juggernaut
496815 | Zig:25   | Noticed a juggernaut
496815 | Zig:25   | Noticed a juggernaut
496817 | Zig:25   | Noticed a juggernaut
496817 | Zig:25   | Noticed a juggernaut
496817 | Zig:25   | Noticed a juggernaut
496818 | Zig:25   | Noticed a juggernaut
496818 | Zig:25   | Noticed a juggernaut
496819 | Zig:25   | Noticed a juggernaut
496820 | Zig:25   | Noticed a juggernaut
496820 | Zig:25   | Noticed a juggernaut
496820 | Zig:25   | Noticed a juggernaut
496821 | Zig:25   | Noticed a juggernaut
496822 | Zig:25   | Noticed a juggernaut
496823 | Zig:25   | Noticed a juggernaut
496823 | Zig:25   | Noticed a juggernaut
496823 | Zig:25   | Noticed a juggernaut
496823 | Zig:25   | Killed a juggernaut
496824 | Zig:25   | Noticed a juggernaut
496824 | Zig:25   | Noticed a juggernaut
496824 | Zig:25   | Noticed a juggernaut
496827 | Zig:25   | Noticed a juggernaut
496827 | Zig:25   | Noticed a juggernaut
496828 | Zig:25   | Noticed a juggernaut
496828 | Zig:25   | Noticed a juggernaut
496828 | Zig:25   | Killed a juggernaut
496828 | Zig:25   | Killed a juggernaut
496828 | Zig:25   | Killed a juggernaut
496828 | Zig:25   | Killed a juggernaut
496828 | Zig:25   | Killed a juggernaut
496828 | Zig:25   | Killed a juggernaut
496828 | Zig:25   | Killed a juggernaut
496828 | Zig:25   | Killed a juggernaut
496828 | Zig:25   | Killed a juggernaut
496828 | Zig:25   | Killed a juggernaut
496828 | Zig:25   | Killed a juggernaut
496828 | Zig:25   | Killed a juggernaut
496828 | Zig:25   | Killed a juggernaut
496828 | Zig:25   | Killed a juggernaut
496828 | Zig:25   | Killed a juggernaut
496828 | Zig:25   | Killed a juggernaut
496828 | Zig:25   | Killed a juggernaut
496828 | Zig:25   | Killed a juggernaut
496828 | Zig:25   | Killed a juggernaut
496828 | Zig:25   | Killed a juggernaut
496828 | Zig:25   | Killed a juggernaut
496828 | Zig:25   | Killed a juggernaut
496828 | Zig:25   | Killed a juggernaut
496828 | Zig:25   | Killed a juggernaut
496828 | Zig:25   | Killed a juggernaut
496828 | Zig:25   | Killed a juggernaut
496828 | Zig:25   | Killed a juggernaut
496828 | Zig:25   | Killed a juggernaut
496829 | Zig:25   | Noticed a juggernaut
496829 | Zig:25   | Noticed a juggernaut
496829 | Zig:25   | Noticed a juggernaut
496829 | Zig:25   | Noticed a juggernaut
496829 | Zig:25   | Noticed a juggernaut
496830 | Zig:25   | Noticed a juggernaut
496830 | Zig:25   | Noticed a juggernaut
496830 | Zig:25   | Noticed a juggernaut
496830 | Zig:25   | Noticed a juggernaut
496830 | Zig:25   | Noticed a juggernaut
496831 | Zig:25   | Noticed a juggernaut
496831 | Zig:25   | Noticed a juggernaut
496832 | Zig:25   | Noticed a juggernaut
496832 | Zig:25   | Noticed a juggernaut
496832 | Zig:25   | Noticed a juggernaut
496834 | Zig:25   | Noticed a juggernaut
496834 | Zig:25   | Noticed a juggernaut
496834 | Zig:25   | Noticed a juggernaut
496836 | Zig:25   | Noticed a juggernaut
496837 | Zig:25   | Noticed a juggernaut
496837 | Zig:25   | Noticed a juggernaut
496838 | Zig:25   | Killed a juggernaut
496838 | Zig:25   | Killed a juggernaut
496838 | Zig:25   | Killed a juggernaut
496838 | Zig:25   | Killed a juggernaut
496838 | Zig:25   | Killed a juggernaut
496838 | Zig:25   | Killed a juggernaut
496838 | Zig:25   | Killed a juggernaut
496838 | Zig:25   | Killed a juggernaut
496838 | Zig:25   | Killed a juggernaut
496838 | Zig:25   | Killed a juggernaut
496838 | Zig:25   | Killed a juggernaut
496838 | Zig:25   | Killed a juggernaut
496838 | Zig:25   | Killed a juggernaut
496838 | Zig:25   | Killed a juggernaut
496838 | Zig:25   | Killed a juggernaut
496838 | Zig:25   | Killed a juggernaut
496838 | Zig:25   | Killed a juggernaut
496838 | Zig:25   | Killed a juggernaut
496838 | Zig:25   | Killed a juggernaut
496838 | Zig:25   | Killed a juggernaut
496838 | Zig:25   | Killed a juggernaut
496839 | Zig:25   | Noticed a juggernaut
496839 | Zig:25   | Noticed a juggernaut
496840 | Zig:25   | Noticed a juggernaut
496840 | Zig:25   | Noticed a juggernaut
496840 | Zig:25   | Noticed a juggernaut
496842 | Zig:25   | Noticed a juggernaut
496842 | Zig:25   | Noticed a juggernaut
496842 | Zig:25   | Noticed a juggernaut
496842 | Zig:25   | Killed a juggernaut
496847 | Zig:25   | Noticed a juggernaut
496847 | Zig:25   | Killed a juggernaut
496848 | Zig:25   | Killed a juggernaut
496849 | Zig:25   | Noticed a juggernaut
496849 | Zig:25   | Killed a juggernaut
496849 | Zig:25   | Killed a juggernaut
496849 | Zig:25   | Killed a juggernaut
496849 | Zig:25   | Killed a juggernaut
496849 | Zig:25   | Killed a juggernaut
496849 | Zig:25   | Killed a juggernaut
496849 | Zig:25   | Killed a juggernaut
496849 | Zig:25   | Killed a juggernaut
496849 | Zig:25   | Killed a juggernaut
496849 | Zig:25   | Killed a juggernaut
496850 | Zig:25   | Noticed a juggernaut
496852 | Zig:25   | Noticed a juggernaut
496856 | Zig:25   | Killed a juggernaut
496856 | Zig:25   | Killed a juggernaut
496857 | Zig:25   | Noticed a juggernaut
496862 | Zig:25   | Noticed a juggernaut
496866 | Zig:25   | Killed a juggernaut
496866 | Zig:25   | Killed a juggernaut
497146 | Zig:25   | Got a brightly glowing glass ring
497148 | Zig:25   | Identified the ring of Neexko {MP+9 Dex-3 Slay+5} (You found it on level 25 of a ziggurat)
497185 | Zig:25   | Got a clouded amber ring
497186 | Zig:25   | Identified the ring of Huhoam {Str+3 Int-2 Dex+4} (You found it on level 25 of a ziggurat)
497197 | Zig:25   | Got a clouded graven amulet
497198 | Zig:25   | Identified the amulet "Dureatee" {RegenMP +Fly rN+} (You found it on level 25 of a ziggurat)
497203 | Zig:25   | Got a serpentine gossamer ring
497204 | Zig:25   | Identified the ring "Duivudd" {Str+4 Stlth+} (You found it on level 25 of a ziggurat)
497330 | Zig:25   | Identified the Reference Book on Ice
497342 | Zig:26   | Entered Level 26 of a ziggurat
497515 | Zig:26   | Got a warped jade ring
497517 | Zig:26   | Identified the cursed ring "Vutoimpe" {rF+ Int-2} (You found it on level 26 of a ziggurat)
497550 | Zig:26   | Got a heavily runed platinum ring
497551 | Zig:26   | Identified the ring of Holosun {+Fly rF+ MR+ Dex-3} (You found it on level 26 of a ziggurat)
497898 | Zig:26   | Got a brightly glowing steel ring
497899 | Zig:26   | Identified the ring of Equilibrium {rF+ rN+ Dex+4 SInv} (You found it on level 26 of a ziggurat)
497955 | Zig:26   | Identified Cafang's Catalogue of Supportive Flight
497963 | Zig:26   | Identified the +0 pair of gloves of the Valley of Death {rPois Str+2} (You found it on level 26 of a ziggurat)
497969 | Zig:26   | Identified the +4 cloak of Uskayaw's Delight {Str+3} (You found it on level 26 of a ziggurat)
497974 | Zig:26   | Identified the +7 broad axe "Jelabos" {freeze, rElec rPois Int+4} (You found it on level 26 of a ziggurat)
498035 | Zig:27   | Entered Level 27 of a ziggurat
498777 | Zig:27   | Got a vibrating glass ring
498779 | Zig:27   | Identified the cursed ring of Dithmenos's Envy {rElec Int-4} (You found it on level 27 of a ziggurat)
498801 | Zig:27   | Got a crude tin ring
498802 | Zig:27   | Identified the ring "Cabowo" {Ice rPois rN+ Int+2 Dex+2} (You found it on level 27 of a ziggurat)
498814 | Zig:27   | Identified the Papyrus of Supportive Bewitchment
498860 | Zig:27   | Got a smoking steel ring
498861 | Zig:27   | Identified the ring of Twilight {rPois MP+9 Int+3} (You found it on level 27 of a ziggurat)
499288 | Depths:2 | Identified the +1 hat of Laulidun {rPois} (You acquired it on level 2 of the Depths)
499289 | Depths:2 | Identified the +2 hat "Waveloah" {rF+ Dex+3} (You acquired it on level 2 of the Depths)
499290 | Depths:2 | Identified the +0 pair of gloves of Trog's Scorn {*Contam rElec Int+7} (You acquired it on level 2 of the Depths)
499291 | Depths:2 | Identified the +4 large shield "Zurudin" {-Tele rElec rC+} (You acquired it on level 2 of the Depths)
499292 | Depths:2 | Identified the +0 cloak of Generosity {rElec Dex+6 SInv} (You acquired it on level 2 of the Depths)
499293 | Depths:2 | Identified the -3 pair of boots "Nufot" {rN+ Int+3 Stlth+} (You acquired it on level 2 of the Depths)
499349 | Zig:1    | Entered Level 1 of a ziggurat
499444 | Zig:2    | Entered Level 2 of a ziggurat
499444 | Zig:2    | Noticed a juggernaut
499444 | Zig:2    | Noticed a juggernaut
499444 | Zig:2    | Noticed a juggernaut
499444 | Zig:2    | Noticed a juggernaut
499444 | Zig:2    | Noticed a juggernaut
499444 | Zig:2    | Noticed a juggernaut
499444 | Zig:2    | Noticed a juggernaut
499450 | Zig:2    | Killed a juggernaut
499450 | Zig:2    | Killed a juggernaut
499450 | Zig:2    | Killed a juggernaut
499450 | Zig:2    | Killed a juggernaut
499450 | Zig:2    | Killed a juggernaut
499450 | Zig:2    | Killed a juggernaut
499450 | Zig:2    | Killed a juggernaut
499451 | Zig:2    | Noticed a juggernaut
499452 | Zig:2    | Noticed a juggernaut
499457 | Zig:2    | Killed a juggernaut
499459 | Zig:2    | Noticed a juggernaut
499460 | Zig:2    | Killed a juggernaut
499466 | Zig:2    | Killed a juggernaut
499556 | Zig:3    | Entered Level 3 of a ziggurat
499635 | Zig:4    | Entered Level 4 of a ziggurat
499672 | Zig:4    | Got a warped iron ring
499674 | Zig:4    | Identified the ring "Etica" {rC- EV+4 Slay+5} (You found it on level 4 of a ziggurat)
499717 | Zig:5    | Entered Level 5 of a ziggurat
499717 | Zig:5    | Noticed Heprunil the pandemonium lord
499717 | Zig:5    | Noticed Ymacily the pandemonium lord
499717 | Zig:5    | Noticed Feagiwi the pandemonium lord
499717 | Zig:5    | Noticed Gois the pandemonium lord
499717 | Zig:5    | Noticed Heobas the pandemonium lord
499717 | Zig:5    | Noticed Eradghyu the pandemonium lord
499717 | Zig:5    | Noticed Corghekh the pandemonium lord
499717 | Zig:5    | Noticed Waydghim the pandemonium lord
499717 | Zig:5    | Noticed Hysok the pandemonium lord
499717 | Zig:5    | Noticed Vezesch the pandemonium lord
499717 | Zig:5    | Noticed Ykhe the pandemonium lord
499717 | Zig:5    | Noticed Touhid the pandemonium lord
499717 | Zig:5    | Noticed Uxej the pandemonium lord
499717 | Zig:5    | Noticed Mit Cuw the pandemonium lord
499717 | Zig:5    | Noticed Weycosch the pandemonium lord
499717 | Zig:5    | Noticed Vogec Cufune the pandemonium lord
499717 | Zig:5    | Noticed Zisar the pandemonium lord
499719 | Zig:5    | Noticed Hosamoyl the pandemonium lord
499720 | Zig:5    | Killed Ykhe the pandemonium lord
499722 | Zig:5    | Killed Hysok the pandemonium lord
499722 | Zig:5    | Killed Heobas the pandemonium lord
499723 | Zig:5    | Killed Waydghim the pandemonium lord
499723 | Zig:5    | Killed Touhid the pandemonium lord
499724 | Zig:5    | Killed Uxej the pandemonium lord
499724 | Zig:5    | Killed Eradghyu the pandemonium lord
499725 | Zig:5    | Killed Mit Cuw the pandemonium lord
499725 | Zig:5    | Killed Gois the pandemonium lord
499726 | Zig:5    | Killed Corghekh the pandemonium lord
499726 | Zig:5    | Killed Vogec Cufune the pandemonium lord
499726 | Zig:5    | Killed Zisar the pandemonium lord
499726 | Zig:5    | Killed Weycosch the pandemonium lord
499727 | Zig:5    | Noticed Leraronu the pandemonium lord
499727 | Zig:5    | Noticed Daesinau the pandemonium lord
499727 | Zig:5    | Noticed Qetyucir the pandemonium lord
499728 | Zig:5    | Killed Vezesch the pandemonium lord
499728 | Zig:5    | Killed Feagiwi the pandemonium lord
499728 | Zig:5    | Killed Ymacily the pandemonium lord
499728 | Zig:5    | Killed Daesinau the pandemonium lord
499729 | Zig:5    | Noticed Ihaank the pandemonium lord
499729 | Zig:5    | Killed Qetyucir the pandemonium lord
499729 | Zig:5    | Noticed Iluthuah the pandemonium lord
499729 | Zig:5    | Noticed Hik Ynwia the pandemonium lord
499729 | Zig:5    | Noticed Hunifur the pandemonium lord
499729 | Zig:5    | Noticed Nuzir the pandemonium lord
499730 | Zig:5    | Noticed Kuts the pandemonium lord
499730 | Zig:5    | Noticed Zikhegh the pandemonium lord
499730 | Zig:5    | Noticed Fidiac the pandemonium lord
499730 | Zig:5    | Noticed Comen the pandemonium lord
499730 | Zig:5    | Noticed Hacoex the pandemonium lord
499731 | Zig:5    | Noticed Fyef the pandemonium lord
499731 | Zig:5    | Killed Ihaank the pandemonium lord
499733 | Zig:5    | Killed Hosamoyl the pandemonium lord
499733 | Zig:5    | Killed Heprunil the pandemonium lord
499734 | Zig:5    | Killed Leraronu the pandemonium lord
499735 | Zig:5    | Killed Iluthuah the pandemonium lord
499735 | Zig:5    | Killed Kuts the pandemonium lord
499735 | Zig:5    | Killed Hacoex the pandemonium lord
499735 | Zig:5    | Killed Hunifur the pandemonium lord
499735 | Zig:5    | Killed Fidiac the pandemonium lord
499735 | Zig:5    | Killed Hik Ynwia the pandemonium lord
499736 | Zig:5    | Killed Comen the pandemonium lord
499736 | Zig:5    | Killed Zikhegh the pandemonium lord
499737 | Zig:5    | Noticed Juisock the pandemonium lord
499740 | Zig:5    | Killed Nuzir the pandemonium lord
499745 | Zig:5    | Killed Juisock the pandemonium lord
499745 | Zig:5    | Killed Fyef the pandemonium lord
499791 | Zig:6    | Entered Level 6 of a ziggurat
499861 | Zig:6    | Got an ancient turquoise ring
499863 | Zig:6    | Identified the ring "Zupeilap" {rCorr *Corrode rElec rC+ Str+3} (You found it on level 6 of a ziggurat)
499869 | Zig:6    | Identified the Tome of the Evil Escort
499900 | Zig:7    | Entered Level 7 of a ziggurat
499900 | Zig:7    | Noticed Oliasa the pandemonium lord
499900 | Zig:7    | Noticed Utorr the pandemonium lord
499900 | Zig:7    | Noticed Jiecvop the pandemonium lord
499900 | Zig:7    | Noticed Pysaibis the pandemonium lord
499900 | Zig:7    | Noticed Tainlyatti the pandemonium lord
499900 | Zig:7    | Noticed Juanor the pandemonium lord
499900 | Zig:7    | Noticed Darem the pandemonium lord
499900 | Zig:7    | Noticed Zoasching the pandemonium lord
499900 | Zig:7    | Noticed Zexzuc the pandemonium lord
499900 | Zig:7    | Noticed Imau the pandemonium lord
499900 | Zig:7    | Noticed Aliu the pandemonium lord
499900 | Zig:7    | Noticed Biadiq the pandemonium lord
499900 | Zig:7    | Noticed Xexog the pandemonium lord
499900 | Zig:7    | Noticed Ykeytout the pandemonium lord
499900 | Zig:7    | Noticed Piruah the pandemonium lord
499900 | Zig:7    | Noticed Bimabus the pandemonium lord
499900 | Zig:7    | Noticed Ixegaf the pandemonium lord
499900 | Zig:7    | Noticed Vonughem the pandemonium lord
499900 | Zig:7    | Noticed Ivven Qeo the pandemonium lord
499900 | Zig:7    | Noticed Utwag the pandemonium lord
499900 | Zig:7    | Noticed Jane the pandemonium lord
499900 | Zig:7    | Noticed Eruqoi the pandemonium lord
499900 | Zig:7    | Noticed Tarr the pandemonium lord
499900 | Zig:7    | Noticed Kiaxit the pandemonium lord
499900 | Zig:7    | Noticed Suimaag the pandemonium lord
499904 | Zig:7    | Noticed Haghont the pandemonium lord
499904 | Zig:7    | Noticed Vuano the pandemonium lord
499904 | Zig:7    | Noticed Arazeox the pandemonium lord
499905 | Zig:7    | Killed Kiaxit the pandemonium lord
499905 | Zig:7    | Killed Tarr the pandemonium lord
499906 | Zig:7    | Noticed Raor the pandemonium lord
499906 | Zig:7    | Killed Xexog the pandemonium lord
499907 | Zig:7    | Noticed Quoguz the pandemonium lord
499907 | Zig:7    | Noticed Fuiv the pandemonium lord
499907 | Zig:7    | Noticed Atakapne the pandemonium lord
499907 | Zig:7    | Killed Ixegaf the pandemonium lord
499907 | Zig:7    | Killed Vonughem the pandemonium lord
499907 | Zig:7    | Killed Darem the pandemonium lord
499909 | Zig:7    | Killed Zoasching the pandemonium lord
499910 | Zig:7    | Killed Aliu the pandemonium lord
499910 | Zig:7    | Killed Utorr the pandemonium lord
499911 | Zig:7    | Killed Suimaag the pandemonium lord
499911 | Zig:7    | Killed Arazeox the pandemonium lord
499912 | Zig:7    | Killed Jane the pandemonium lord
499912 | Zig:7    | Killed Utwag the pandemonium lord
499912 | Zig:7    | Killed Piruah the pandemonium lord
499912 | Zig:7    | Killed Bimabus the pandemonium lord
499912 | Zig:7    | Killed Vuano the pandemonium lord
499913 | Zig:7    | Noticed Jajey the pandemonium lord
499917 | Zig:7    | Noticed Hozas the pandemonium lord
499919 | Zig:7    | Killed Ykeytout the pandemonium lord
499920 | Zig:7    | Killed Atakapne the pandemonium lord
499920 | Zig:7    | Killed Ivven Qeo the pandemonium lord
499920 | Zig:7    | Killed Eruqoi the pandemonium lord
499920 | Zig:7    | Killed Tainlyatti the pandemonium lord
499920 | Zig:7    | Killed Zexzuc the pandemonium lord
499920 | Zig:7    | Killed Jiecvop the pandemonium lord
499920 | Zig:7    | Killed Oliasa the pandemonium lord
499920 | Zig:7    | Killed Juanor the pandemonium lord
499922 | Zig:7    | Noticed Yliwuru the pandemonium lord
499922 | Zig:7    | Killed Raor the pandemonium lord
499922 | Zig:7    | Killed Geyxih the pandemonium lord
499922 | Zig:7    | Killed Fuiv the pandemonium lord
499922 | Zig:7    | Killed Imau the pandemonium lord
499923 | Zig:7    | Killed Haghont the pandemonium lord
499924 | Zig:7    | Killed Pysaibis the pandemonium lord
499925 | Zig:7    | Killed Yliwuru the pandemonium lord
499927 | Zig:7    | Noticed Hoqyggue the pandemonium lord
499927 | Zig:7    | Noticed Otupsuz the pandemonium lord
499927 | Zig:7    | Killed Quoguz the pandemonium lord
499927 | Zig:7    | Killed Reowaran the pandemonium lord
499927 | Zig:7    | Killed Jajey the pandemonium lord
499927 | Zig:7    | Killed Doafiogu the pandemonium lord
499927 | Zig:7    | Killed Caijol the pandemonium lord
499928 | Zig:7    | Killed Vullewak the pandemonium lord
499928 | Zig:7    | Killed Hozas the pandemonium lord
499928 | Zig:7    | Killed Cohe the pandemonium lord
499929 | Zig:7    | Noticed Dagik Hea the pandemonium lord
499930 | Zig:7    | Killed Hoqyggue the pandemonium lord
499930 | Zig:7    | Killed Nyvap the pandemonium lord
499931 | Zig:7    | Killed Zeuwk the pandemonium lord
499931 | Zig:7    | Killed Dagik Hea the pandemonium lord
499934 | Zig:7    | Noticed Bac Feci the pandemonium lord
499935 | Zig:7    | Noticed Puikyum the pandemonium lord
499936 | Zig:7    | Noticed Faeggaha the pandemonium lord
499936 | Zig:7    | Killed Puikyum the pandemonium lord
499937 | Zig:7    | Noticed Buedgh the pandemonium lord
499937 | Zig:7    | Killed Bac Feci the pandemonium lord
499937 | Zig:7    | Killed Buedgh the pandemonium lord
499938 | Zig:7    | Killed Otupsuz the pandemonium lord
499938 | Zig:7    | Killed Fiwinwer the pandemonium lord
499939 | Zig:7    | Noticed Vemn the pandemonium lord
499939 | Zig:7    | Noticed Kusimoh the pandemonium lord
499940 | Zig:7    | Noticed Manki the pandemonium lord
499940 | Zig:7    | Killed Kusimoh the pandemonium lord
499940 | Zig:7    | Killed Faeggaha the pandemonium lord
499940 | Zig:7    | Killed Giciups the pandemonium lord
499941 | Zig:7    | Noticed Qiwnanam the pandemonium lord
499942 | Zig:7    | Noticed Yrufu the pandemonium lord
499942 | Zig:7    | Noticed Qimaabisch the pandemonium lord
499943 | Zig:7    | Noticed Optischah the pandemonium lord
499944 | Zig:7    | Noticed Tuafo the pandemonium lord
499947 | Zig:7    | Killed Biadiq the pandemonium lord
499947 | Zig:7    | Killed Tuafo the pandemonium lord
499950 | Zig:7    | Killed Qiwnanam the pandemonium lord
499950 | Zig:7    | Killed Yrufu the pandemonium lord
499950 | Zig:7    | Killed Manki the pandemonium lord
499950 | Zig:7    | Killed Vemn the pandemonium lord
499952 | Zig:7    | Killed Qimaabisch the pandemonium lord
499955 | Zig:7    | Noticed Vozo the pandemonium lord
499955 | Zig:7    | Killed Vozo the pandemonium lord
499955 | Zig:7    | Killed Omo Coro the pandemonium lord
499955 | Zig:7    | Killed Qaat the pandemonium lord
499957 | Zig:7    | Killed Vicreq the pandemonium lord
499958 | Zig:7    | Noticed Feme the pandemonium lord
499958 | Zig:7    | Killed Optischah the pandemonium lord
499958 | Zig:7    | Killed Feme the pandemonium lord
499991 | Zig:7    | Identified the Almanac of Supportive Malediction
500241 | Zig:8    | Entered Level 8 of a ziggurat
500241 | Zig:8    | Noticed a greater mummy
500241 | Zig:8    | Noticed a greater mummy
500241 | Zig:8    | Noticed a greater mummy
500241 | Zig:8    | Noticed a greater mummy
500243 | Zig:8    | Noticed a greater mummy
500243 | Zig:8    | Noticed a greater mummy
500243 | Zig:8    | Noticed a greater mummy
500244 | Zig:8    | Killed a greater mummy
500245 | Zig:8    | Noticed a greater mummy
500245 | Zig:8    | Noticed a greater mummy
500245 | Zig:8    | Noticed a greater mummy
500245 | Zig:8    | Killed a greater mummy
500245 | Zig:8    | Killed a greater mummy
500245 | Zig:8    | Killed a greater mummy
500245 | Zig:8    | Killed a greater mummy
500245 | Zig:8    | Killed a greater mummy
500246 | Zig:8    | Noticed a greater mummy
500246 | Zig:8    | Noticed a greater mummy
500248 | Zig:8    | Noticed a greater mummy
500248 | Zig:8    | Noticed a greater mummy
500248 | Zig:8    | Killed a greater mummy
500248 | Zig:8    | Killed a greater mummy
500248 | Zig:8    | Killed a greater mummy
500250 | Zig:8    | Noticed a greater mummy
500250 | Zig:8    | Killed a greater mummy
500250 | Zig:8    | Killed a greater mummy
500254 | Zig:8    | Killed a greater mummy
500254 | Zig:8    | Killed a greater mummy
500254 | Zig:8    | Killed a greater mummy
500257 | Zig:8    | Killed a greater mummy
500266 | Zig:8    | Identified the cursed +0 cloak "Wesseg" {rPois} (You found it on level 8 of a ziggurat)
500270 | Zig:8    | Got a faintly glowing silver ring
500272 | Zig:8    | Identified the ring of Cihy {Ice -Tele rElec Int+2} (You found it on level 8 of a ziggurat)
500333 | Zig:9    | Entered Level 9 of a ziggurat
500333 | Zig:9    | Noticed a juggernaut
500333 | Zig:9    | Noticed a juggernaut
500333 | Zig:9    | Noticed a juggernaut
500341 | Zig:9    | Noticed a juggernaut
500346 | Zig:9    | Killed a juggernaut
500346 | Zig:9    | Killed a juggernaut
500346 | Zig:9    | Killed a juggernaut
500346 | Zig:9    | Killed a juggernaut
500347 | Zig:9    | Noticed a juggernaut
500347 | Zig:9    | Noticed a juggernaut
500348 | Zig:9    | Noticed a juggernaut
500349 | Zig:9    | Noticed a juggernaut
500349 | Zig:9    | Noticed a juggernaut
500350 | Zig:9    | Noticed a juggernaut
500353 | Zig:9    | Noticed a juggernaut
500354 | Zig:9    | Noticed a juggernaut
500354 | Zig:9    | Noticed a juggernaut
500357 | Zig:9    | Noticed a juggernaut
500364 | Zig:9    | Noticed a juggernaut
500366 | Zig:9    | Killed a juggernaut
500366 | Zig:9    | Killed a juggernaut
500366 | Zig:9    | Killed a juggernaut
500366 | Zig:9    | Killed a juggernaut
500366 | Zig:9    | Killed a juggernaut
500366 | Zig:9    | Killed a juggernaut
500366 | Zig:9    | Killed a juggernaut
500366 | Zig:9    | Killed a juggernaut
500366 | Zig:9    | Killed a juggernaut
500369 | Zig:9    | Killed a juggernaut
500370 | Zig:9    | Killed a juggernaut
500488 | Zig:9    | Got a wavering wooden ring
500490 | Zig:9    | Identified the ring of Imeetueh {rCorr rPois rN+ Int+3 Dex-5} (You found it on level 9 of a ziggurat)
500524 | Zig:10   | Entered Level 10 of a ziggurat
500524 | Zig:10   | Noticed an ancient lich
500524 | Zig:10   | Noticed an ancient lich
500524 | Zig:10   | Noticed an ancient lich
500524 | Zig:10   | Noticed an ancient lich
500524 | Zig:10   | Noticed an ancient lich
500524 | Zig:10   | Noticed an ancient lich
500524 | Zig:10   | Noticed an ancient lich
500524 | Zig:10   | Noticed an ancient lich
500524 | Zig:10   | Noticed an ancient lich
500524 | Zig:10   | Noticed an ancient lich
500525 | Zig:10   | Killed an ancient lich
500525 | Zig:10   | Killed an ancient lich
500525 | Zig:10   | Killed an ancient lich
500526 | Zig:10   | Killed an ancient lich
500526 | Zig:10   | Killed an ancient lich
500526 | Zig:10   | Killed an ancient lich
500526 | Zig:10   | Killed an ancient lich
500526 | Zig:10   | Killed an ancient lich
500526 | Zig:10   | Killed an ancient lich
500526 | Zig:10   | Killed an ancient lich
500527 | Zig:10   | Noticed an ancient lich
500538 | Zig:10   | Noticed an ancient lich
500543 | Zig:10   | Noticed an ancient lich
500543 | Zig:10   | Noticed an ancient lich
500544 | Zig:10   | Killed an ancient lich
500544 | Zig:10   | Killed an ancient lich
500544 | Zig:10   | Killed an ancient lich
500545 | Zig:10   | Noticed an ancient lich
500549 | Zig:10   | Killed an ancient lich
500560 | Zig:10   | Killed an ancient lich
500572 | Zig:10   | Noticed an ancient lich
500574 | Zig:10   | Noticed an ancient lich
500574 | Zig:10   | Noticed an ancient lich
500575 | Zig:10   | Noticed an ancient lich
500575 | Zig:10   | Killed an ancient lich
500576 | Zig:10   | Noticed an ancient lich
500576 | Zig:10   | Noticed an ancient lich
500576 | Zig:10   | Noticed an ancient lich
500576 | Zig:10   | Killed an ancient lich
500577 | Zig:10   | Noticed an ancient lich
500577 | Zig:10   | Noticed an ancient lich
500577 | Zig:10   | Noticed an ancient lich
500577 | Zig:10   | Noticed an ancient lich
500577 | Zig:10   | Noticed an ancient lich
500577 | Zig:10   | Noticed an ancient lich
500577 | Zig:10   | Killed an ancient lich
500578 | Zig:10   | Noticed an ancient lich
500578 | Zig:10   | Noticed an ancient lich
500578 | Zig:10   | Noticed an ancient lich
500578 | Zig:10   | Killed an ancient lich
500579 | Zig:10   | Noticed an ancient lich
500579 | Zig:10   | Noticed an ancient lich
500579 | Zig:10   | Noticed an ancient lich
500581 | Zig:10   | Killed an ancient lich
500581 | Zig:10   | Killed an ancient lich
500581 | Zig:10   | Killed an ancient lich
500581 | Zig:10   | Killed an ancient lich
500581 | Zig:10   | Killed an ancient lich
500581 | Zig:10   | Killed an ancient lich
500581 | Zig:10   | Killed an ancient lich
500581 | Zig:10   | Killed an ancient lich
500581 | Zig:10   | Killed an ancient lich
500583 | Zig:10   | Killed an ancient lich
500583 | Zig:10   | Killed an ancient lich
500583 | Zig:10   | Killed an ancient lich
500583 | Zig:10   | Killed an ancient lich
500583 | Zig:10   | Killed an ancient lich
500583 | Zig:10   | Killed an ancient lich
500594 | Zig:10   | Identified the Grimoire of Protection
500596 | Zig:10   | Identified the Reference Book on Hurtful Heat
500598 | Zig:10   | Identified the +2 pair of gloves of Words of Power {rElec rCorr Str-2 Dex+2} (You found it on level 10 of a ziggurat)
500650 | Zig:10   | Got a clouded lapis lazuli ring
500652 | Zig:10   | Identified the ring of Podask {Wiz Str+4 Int+7} (You found it on level 10 of a ziggurat)
500664 | Zig:10   | Identified the Collected Works on Cold and Evil Arts
500692 | Zig:11   | Entered Level 11 of a ziggurat
500692 | Zig:11   | Noticed a greater mummy
500692 | Zig:11   | Noticed a greater mummy
500692 | Zig:11   | Noticed a greater mummy
500692 | Zig:11   | Noticed a greater mummy
500692 | Zig:11   | Noticed a greater mummy
500692 | Zig:11   | Noticed a greater mummy
500692 | Zig:11   | Noticed a greater mummy
500692 | Zig:11   | Noticed a greater mummy
500692 | Zig:11   | Noticed a greater mummy
500692 | Zig:11   | Noticed a greater mummy
500694 | Zig:11   | Noticed a greater mummy
500694 | Zig:11   | Killed a greater mummy
500694 | Zig:11   | Killed a greater mummy
500694 | Zig:11   | Killed a greater mummy
500694 | Zig:11   | Killed a greater mummy
500694 | Zig:11   | Killed a greater mummy
500694 | Zig:11   | Killed a greater mummy
500694 | Zig:11   | Killed a greater mummy
500695 | Zig:11   | Noticed a greater mummy
500695 | Zig:11   | Killed a greater mummy
500696 | Zig:11   | Noticed a greater mummy
500696 | Zig:11   | Killed a greater mummy
500696 | Zig:11   | Killed a greater mummy
500698 | Zig:11   | Noticed a greater mummy
500698 | Zig:11   | Noticed a greater mummy
500698 | Zig:11   | Noticed a greater mummy
500698 | Zig:11   | Killed a greater mummy
500700 | Zig:11   | Noticed a greater mummy
500700 | Zig:11   | Noticed a greater mummy
500701 | Zig:11   | Noticed a greater mummy
500701 | Zig:11   | Killed a greater mummy
500701 | Zig:11   | Killed a greater mummy
500701 | Zig:11   | Killed a greater mummy
500703 | Zig:11   | Noticed a greater mummy
500703 | Zig:11   | Noticed a greater mummy
500704 | Zig:11   | Noticed a greater mummy
500704 | Zig:11   | Killed a greater mummy
500704 | Zig:11   | Killed a greater mummy
500704 | Zig:11   | Killed a greater mummy
500704 | Zig:11   | Killed a greater mummy
500705 | Zig:11   | Noticed a greater mummy
500705 | Zig:11   | Noticed a greater mummy
500705 | Zig:11   | Killed a greater mummy
500708 | Zig:11   | Noticed a greater mummy
500709 | Zig:11   | Killed a greater mummy
500709 | Zig:11   | Killed a greater mummy
500711 | Zig:11   | Killed a greater mummy
500711 | Zig:11   | Killed a greater mummy
500711 | Zig:11   | Killed a greater mummy
500712 | Zig:11   | Killed a greater mummy
500727 | Zig:11   | Got a translucent wooden ring
500729 | Zig:11   | Identified the ring of Qiostrun {rC+ rN+} (You found it on level 11 of a ziggurat)
500733 | Zig:11   | Got a faintly glowing steel ring
500734 | Zig:11   | Identified the ring of Dismokom {rCorr rF- rC+ Stlth+} (You found it on level 11 of a ziggurat)
500744 | Zig:11   | Got a wavering ivory ring
500745 | Zig:11   | Identified the ring "Oviezxag" {*Corrode rC+ MP+9 Str-2 Dex+7} (You found it on level 11 of a ziggurat)
500804 | Zig:12   | Entered Level 12 of a ziggurat
500880 | Zig:12   | Got a fine diamond amulet
500881 | Zig:12   | Identified the amulet "Ataushr Xuihu" {Gourm Str+5} (You found it on level 12 of a ziggurat)
500885 | Zig:12   | Got a coiled lead amulet
500886 | Zig:12   | Identified the amulet of Ebad {rPois rC+ Regen+ Dex+4} (You found it on level 12 of a ziggurat)
500895 | Zig:12   | Got a scintillating jade amulet
500896 | Zig:12   | Identified the amulet of Ocaujyunk {Reflect Int+2 SH+2} (You found it on level 12 of a ziggurat)
500899 | Zig:12   | Got a vibrating bone ring
500901 | Zig:12   | Identified the ring "Ahiu" {Fire Str+6 Int+6 Dex-5} (You found it on level 12 of a ziggurat)
500974 | Zig:13   | Entered Level 13 of a ziggurat
501003 | Zig:13   | Got a bound ruby amulet
501004 | Zig:13   | Identified the amulet of Huth {Inacc rC++ Int+4 Dex-2} (You found it on level 13 of a ziggurat)
501096 | Zig:14   | Entered Level 14 of a ziggurat
501138 | Zig:14   | Got a scintillating lead ring
501140 | Zig:14   | Identified the ring "Elo Zae" {Str+5 Int+3 Dex+3} (You found it on level 14 of a ziggurat)
501173 | Zig:14   | Identified the Compendium of Enchantment and the Birds
501180 | Zig:14   | Got a shimmering amber ring
501182 | Zig:14   | Identified the ring of Weutaihi {Ice *Contam MR+ MP+9 Int+2} (You found it on level 14 of a ziggurat)
501408 | Zig:15   | Entered Level 15 of a ziggurat
501565 | Zig:15   | Got a vibrating silver ring
501567 | Zig:15   | Identified the ring of Hywkadol {Str+2 Int+2 Dex+3} (You found it on level 15 of a ziggurat)
501582 | Zig:15   | Identified the +2 helmet of Mezcal {*Drain +Inv Int+8 Stlth+} (You found it on level 15 of a ziggurat)
501634 | Zig:16   | Entered Level 16 of a ziggurat
501672 | Zig:16   | Identified the +0 pair of gloves of Blue Skies {rPois rN+ Stlth-} (You found it on level 16 of a ziggurat)
501683 | Zig:16   | Got a wavering wooden ring
501685 | Zig:16   | Identified the ring of Sloth {rF+ SInv} (You found it on level 16 of a ziggurat)
501791 | Zig:17   | Entered Level 17 of a ziggurat
501791 | Zig:17   | Noticed a juggernaut
501791 | Zig:17   | Noticed a juggernaut
501791 | Zig:17   | Noticed a juggernaut
501791 | Zig:17   | Noticed a juggernaut
501791 | Zig:17   | Noticed a juggernaut
501794 | Zig:17   | Noticed a juggernaut
501795 | Zig:17   | Noticed a juggernaut
501796 | Zig:17   | Noticed a juggernaut
501798 | Zig:17   | Killed a juggernaut
501798 | Zig:17   | Killed a juggernaut
501798 | Zig:17   | Killed a juggernaut
501798 | Zig:17   | Killed a juggernaut
501798 | Zig:17   | Killed a juggernaut
501798 | Zig:17   | Killed a juggernaut
501798 | Zig:17   | Killed a juggernaut
501799 | Zig:17   | Noticed a juggernaut
501799 | Zig:17   | Noticed a juggernaut
501801 | Zig:17   | Noticed a juggernaut
501801 | Zig:17   | Noticed a juggernaut
501801 | Zig:17   | Noticed a juggernaut
501801 | Zig:17   | Noticed a juggernaut
501802 | Zig:17   | Noticed a juggernaut
501804 | Zig:17   | Noticed a juggernaut
501805 | Zig:17   | Noticed a juggernaut
501808 | Zig:17   | Noticed a juggernaut
501812 | Zig:17   | Noticed a juggernaut
501813 | Zig:17   | Killed a juggernaut
501813 | Zig:17   | Killed a juggernaut
501813 | Zig:17   | Killed a juggernaut
501813 | Zig:17   | Killed a juggernaut
501813 | Zig:17   | Killed a juggernaut
501813 | Zig:17   | Killed a juggernaut
501813 | Zig:17   | Killed a juggernaut
501813 | Zig:17   | Killed a juggernaut
501813 | Zig:17   | Killed a juggernaut
501814 | Zig:17   | Noticed a juggernaut
501814 | Zig:17   | Noticed a juggernaut
501816 | Zig:17   | Noticed a juggernaut
501817 | Zig:17   | Noticed a juggernaut
501817 | Zig:17   | Noticed a juggernaut
501819 | Zig:17   | Noticed a juggernaut
501820 | Zig:17   | Noticed a juggernaut
501820 | Zig:17   | Noticed a juggernaut
501822 | Zig:17   | Killed a juggernaut
501825 | Zig:17   | Noticed a juggernaut
501825 | Zig:17   | Killed a juggernaut
501826 | Zig:17   | Noticed a juggernaut
501827 | Zig:17   | Noticed a juggernaut
501829 | Zig:17   | Noticed a juggernaut
501829 | Zig:17   | Killed a juggernaut
501829 | Zig:17   | Killed a juggernaut
501829 | Zig:17   | Killed a juggernaut
501829 | Zig:17   | Killed a juggernaut
501829 | Zig:17   | Killed a juggernaut
501829 | Zig:17   | Killed a juggernaut
501829 | Zig:17   | Killed a juggernaut
501829 | Zig:17   | Killed a juggernaut
501830 | Zig:17   | Noticed a juggernaut
501830 | Zig:17   | Noticed a juggernaut
501831 | Zig:17   | Noticed a juggernaut
501831 | Zig:17   | Noticed a juggernaut
501835 | Zig:17   | Killed a juggernaut
501835 | Zig:17   | Killed a juggernaut
501835 | Zig:17   | Killed a juggernaut
501835 | Zig:17   | Killed a juggernaut
501835 | Zig:17   | Killed a juggernaut
501835 | Zig:17   | Killed a juggernaut
501835 | Zig:17   | Killed a juggernaut
501835 | Zig:17   | Killed a juggernaut
501836 | Zig:17   | Noticed a juggernaut
501836 | Zig:17   | Noticed a juggernaut
501840 | Zig:17   | Noticed a juggernaut
501845 | Zig:17   | Killed a juggernaut
501845 | Zig:17   | Killed a juggernaut
501845 | Zig:17   | Killed a juggernaut
501845 | Zig:17   | Killed a juggernaut
501864 | Zig:17   | Got a flickering zirconium amulet
501876 | Zig:17   | Got a flickering jade ring
501878 | Zig:17   | Identified the cursed ring of Awkabb Ybeja {*Corrode rF+ EV-3 Stlth+} (You found it on level 17 of a ziggurat)
502073 | Zig:18   | Entered Level 18 of a ziggurat
502308 | Zig:19   | Entered Level 19 of a ziggurat
502308 | Zig:19   | Noticed an ancient lich
502308 | Zig:19   | Noticed an ancient lich
502308 | Zig:19   | Noticed an ancient lich
502308 | Zig:19   | Noticed an ancient lich
502308 | Zig:19   | Noticed an ancient lich
502308 | Zig:19   | Noticed an ancient lich
502308 | Zig:19   | Noticed an ancient lich
502308 | Zig:19   | Noticed an ancient lich
502309 | Zig:19   | Killed an ancient lich
502309 | Zig:19   | Killed an ancient lich
502309 | Zig:19   | Killed an ancient lich
502310 | Zig:19   | Noticed an ancient lich
502310 | Zig:19   | Noticed an ancient lich
502312 | Zig:19   | Noticed an ancient lich
502312 | Zig:19   | Killed an ancient lich
502312 | Zig:19   | Killed an ancient lich
502312 | Zig:19   | Killed an ancient lich
502312 | Zig:19   | Killed an ancient lich
502313 | Zig:19   | Killed an ancient lich
502314 | Zig:19   | Noticed an ancient lich
502315 | Zig:19   | Noticed an ancient lich
502315 | Zig:19   | Killed an ancient lich
502316 | Zig:19   | Killed an ancient lich
502317 | Zig:19   | Noticed an ancient lich
502317 | Zig:19   | Noticed an ancient lich
502318 | Zig:19   | Noticed an ancient lich
502318 | Zig:19   | Noticed an ancient lich
502318 | Zig:19   | Noticed an ancient lich
502319 | Zig:19   | Noticed an ancient lich
502319 | Zig:19   | Noticed an ancient lich
502320 | Zig:19   | Killed an ancient lich
502320 | Zig:19   | Killed an ancient lich
502320 | Zig:19   | Killed an ancient lich
502320 | Zig:19   | Killed an ancient lich
502320 | Zig:19   | Killed an ancient lich
502320 | Zig:19   | Killed an ancient lich
502320 | Zig:19   | Killed an ancient lich
502321 | Zig:19   | Noticed an ancient lich
502321 | Zig:19   | Noticed an ancient lich
502322 | Zig:19   | Killed an ancient lich
502323 | Zig:19   | Killed an ancient lich
502324 | Zig:19   | Noticed an ancient lich
502324 | Zig:19   | Killed an ancient lich
502325 | Zig:19   | Killed an ancient lich
502326 | Zig:19   | Noticed an ancient lich
502326 | Zig:19   | Killed an ancient lich
502330 | Zig:19   | Killed an ancient lich
502330 | Zig:19   | Killed an ancient lich
502338 | Zig:19   | Got a shimmering jade ring
502344 | Zig:19   | Got a crude brass ring
502346 | Zig:19   | Identified the ring "Vynug" {rN+ Dex+3} (You found it on level 19 of a ziggurat)
502353 | Zig:19   | Identified the Catalogue of the Glacier and Stones
502372 | Zig:19   | Identified the Tome of Destructive Creation
502499 | Zig:19   | Identified the Collected Works on Congealing Bewitchment
502533 | Zig:20   | Entered Level 20 of a ziggurat
502533 | Zig:20   | Noticed Roedil the pandemonium lord
502533 | Zig:20   | Noticed Voxtuffy the pandemonium lord
502533 | Zig:20   | Noticed Anwe the pandemonium lord
502533 | Zig:20   | Noticed Poicol the pandemonium lord
502533 | Zig:20   | Noticed Xoafa the pandemonium lord
502533 | Zig:20   | Noticed Iddeqano the pandemonium lord
502533 | Zig:20   | Noticed Coiwkim the pandemonium lord
502533 | Zig:20   | Noticed Namaen the pandemonium lord
502533 | Zig:20   | Noticed Ynat the pandemonium lord
502533 | Zig:20   | Noticed Vimocab the pandemonium lord
502533 | Zig:20   | Noticed Fataut the pandemonium lord
502533 | Zig:20   | Noticed Neehaoxi the pandemonium lord
502533 | Zig:20   | Noticed Enilas the pandemonium lord
502533 | Zig:20   | Noticed Ciepikk the pandemonium lord
502533 | Zig:20   | Noticed Azohuv the pandemonium lord
502533 | Zig:20   | Noticed Siock the pandemonium lord
502533 | Zig:20   | Noticed Elaq the pandemonium lord
502533 | Zig:20   | Noticed Debrun the pandemonium lord
502533 | Zig:20   | Noticed Weuj the pandemonium lord
502533 | Zig:20   | Noticed Jenuonge the pandemonium lord
502533 | Zig:20   | Noticed Yczyrch the pandemonium lord
502533 | Zig:20   | Noticed Leixaseo the pandemonium lord
502533 | Zig:20   | Noticed Waecuef the pandemonium lord
502533 | Zig:20   | Noticed Notierph the pandemonium lord
502533 | Zig:20   | Noticed Inoyroirgh the pandemonium lord
502533 | Zig:20   | Noticed Kiehiry the pandemonium lord
502535 | Zig:20   | Noticed Dylluliy the pandemonium lord
502537 | Zig:20   | Noticed Fiqyjaar the pandemonium lord
502537 | Zig:20   | Noticed Disucr Emni the pandemonium lord
502537 | Zig:20   | Noticed Igoqurgh the pandemonium lord
502538 | Zig:20   | Noticed Qecisuuk the pandemonium lord
502538 | Zig:20   | Noticed Cud Seta the pandemonium lord
502538 | Zig:20   | Noticed Ylateit the pandemonium lord
502538 | Zig:20   | Killed Yczyrch the pandemonium lord
502538 | Zig:20   | Killed Enilas the pandemonium lord
502539 | Zig:20   | Killed Leixaseo the pandemonium lord
502539 | Zig:20   | Killed Weuj the pandemonium lord
502540 | Zig:20   | Killed Namaen the pandemonium lord
502541 | Zig:20   | Killed Ylateit the pandemonium lord
502541 | Zig:20   | Killed Waecuef the pandemonium lord
502542 | Zig:20   | Noticed Efrypaong the pandemonium lord
502542 | Zig:20   | Noticed Tockall the pandemonium lord
502542 | Zig:20   | Noticed Laarr the pandemonium lord
502542 | Zig:20   | Noticed Yfain the pandemonium lord
502543 | Zig:20   | Noticed Onefon the pandemonium lord
502543 | Zig:20   | Noticed Xogonuaj the pandemonium lord
502543 | Zig:20   | Noticed Taussih the pandemonium lord
502546 | Zig:20   | Killed Azohuv the pandemonium lord
502547 | Zig:20   | Noticed Iqon the pandemonium lord
502547 | Zig:20   | Killed Cud Seta the pandemonium lord
502547 | Zig:20   | Killed Ynat the pandemonium lord
502547 | Zig:20   | Killed Vimocab the pandemonium lord
502548 | Zig:20   | Noticed Ijos the pandemonium lord
502548 | Zig:20   | Noticed Wiupim the pandemonium lord
502548 | Zig:20   | Noticed Izxu Pal the pandemonium lord
502548 | Zig:20   | Killed Poicol the pandemonium lord
502548 | Zig:20   | Killed Taussih the pandemonium lord
502548 | Zig:20   | Killed Notierph the pandemonium lord
502548 | Zig:20   | Killed Dylluliy the pandemonium lord
502548 | Zig:20   | Killed Ciepikk the pandemonium lord
502548 | Zig:20   | Killed Xoafa the pandemonium lord
502548 | Zig:20   | Killed Iqon the pandemonium lord
502550 | Zig:20   | Killed Elaq the pandemonium lord
502550 | Zig:20   | Killed Tockall the pandemonium lord
502550 | Zig:20   | Killed Debrun the pandemonium lord
502550 | Zig:20   | Killed Coiwkim the pandemonium lord
502550 | Zig:20   | Killed Roedil the pandemonium lord
502550 | Zig:20   | Killed Kiehiry the pandemonium lord
502551 | Zig:20   | Noticed Izaereex the pandemonium lord
502551 | Zig:20   | Killed Anwe the pandemonium lord
502551 | Zig:20   | Killed Disucr Emni the pandemonium lord
502551 | Zig:20   | Killed Efrypaong the pandemonium lord
502551 | Zig:20   | Killed Fataut the pandemonium lord
502551 | Zig:20   | Killed Fiqyjaar the pandemonium lord
502552 | Zig:20   | Noticed Komoyving the pandemonium lord
502552 | Zig:20   | Killed Yraox the pandemonium lord
502552 | Zig:20   | Killed Yfain the pandemonium lord
502552 | Zig:20   | Killed Inoyroirgh the pandemonium lord
502554 | Zig:20   | Noticed Dieror the pandemonium lord
502554 | Zig:20   | Noticed Cuptijur the pandemonium lord
502557 | Zig:20   | Noticed Zaxzat the pandemonium lord
502558 | Zig:20   | Noticed Ryfioc the pandemonium lord
502559 | Zig:20   | Noticed Muemutu the pandemonium lord
502559 | Zig:20   | Noticed Haniak the pandemonium lord
502559 | Zig:20   | Noticed Hyin the pandemonium lord
502559 | Zig:20   | Noticed Jases the pandemonium lord
502560 | Zig:20   | Noticed Acyvumn the pandemonium lord
502560 | Zig:20   | Killed Qecisuuk the pandemonium lord
502560 | Zig:20   | Killed Ijos the pandemonium lord
502560 | Zig:20   | Killed Iddeqano the pandemonium lord
502560 | Zig:20   | Killed Jenuonge the pandemonium lord
502560 | Zig:20   | Killed Izaereex the pandemonium lord
502560 | Zig:20   | Killed Ryfioc the pandemonium lord
502561 | Zig:20   | Noticed Poish the pandemonium lord
502561 | Zig:20   | Killed Poish the pandemonium lord
502561 | Zig:20   | Killed Neehaoxi the pandemonium lord
502561 | Zig:20   | Killed Xogonuaj the pandemonium lord
502561 | Zig:20   | Killed Laarr the pandemonium lord
502562 | Zig:20   | Noticed Lyoxuch the pandemonium lord
502562 | Zig:20   | Killed Hyin the pandemonium lord
502562 | Zig:20   | Killed Igoqurgh the pandemonium lord
502562 | Zig:20   | Killed Muemutu the pandemonium lord
502562 | Zig:20   | Killed Siock the pandemonium lord
502563 | Zig:20   | Noticed Wuseoryh the pandemonium lord
502563 | Zig:20   | Killed Onefon the pandemonium lord
502563 | Zig:20   | Killed Wiupim the pandemonium lord
502563 | Zig:20   | Killed Izxu Pal the pandemonium lord
502564 | Zig:20   | Noticed Woluxt the pandemonium lord
502564 | Zig:20   | Noticed Tamaidaf the pandemonium lord
502565 | Zig:20   | Noticed Xioga the pandemonium lord
502565 | Zig:20   | Noticed Curchyal the pandemonium lord
502566 | Zig:20   | Noticed Baetriuc the pandemonium lord
502566 | Zig:20   | Noticed Mahunt the pandemonium lord
502566 | Zig:20   | Noticed Plog the pandemonium lord
502567 | Zig:20   | Noticed Basueck the pandemonium lord
502567 | Zig:20   | Noticed Uxkebae the pandemonium lord
502567 | Zig:20   | Killed Acyvumn the pandemonium lord
502567 | Zig:20   | Killed Zaxzat the pandemonium lord
502567 | Zig:20   | Killed Quish the pandemonium lord
502567 | Zig:20   | Killed Haniak the pandemonium lord
502568 | Zig:20   | Killed Curchyal the pandemonium lord
502568 | Zig:20   | Killed Morghed the pandemonium lord
502568 | Zig:20   | Killed Wuseoryh the pandemonium lord
502569 | Zig:20   | Noticed Piyrakhe the pandemonium lord
502570 | Zig:20   | Noticed Myav Vea the pandemonium lord
502570 | Zig:20   | Noticed Duny the pandemonium lord
502571 | Zig:20   | Noticed Edecw the pandemonium lord
502571 | Zig:20   | Killed Plog the pandemonium lord
502574 | Zig:20   | Killed Duny the pandemonium lord
502574 | Zig:20   | Killed Cuptijur the pandemonium lord
502574 | Zig:20   | Killed Woluxt the pandemonium lord
502575 | Zig:20   | Noticed Fywageuq the pandemonium lord
502576 | Zig:20   | Noticed Jiesywn the pandemonium lord
502576 | Zig:20   | Noticed Ycvamitt the pandemonium lord
502577 | Zig:20   | Noticed Zuoliaw the pandemonium lord
502577 | Zig:20   | Killed Fywageuq the pandemonium lord
502578 | Zig:20   | Noticed Jitong the pandemonium lord
502578 | Zig:20   | Killed Dieror the pandemonium lord
502579 | Zig:20   | Noticed Huumaewn the pandemonium lord
502579 | Zig:20   | Noticed Mough the pandemonium lord
502579 | Zig:20   | Killed Lyoxuch the pandemonium lord
502580 | Zig:20   | Noticed Memavykh the pandemonium lord
502580 | Zig:20   | Killed Ycvamitt the pandemonium lord
502580 | Zig:20   | Killed Mahunt the pandemonium lord
502580 | Zig:20   | Killed Zuoliaw the pandemonium lord
502580 | Zig:20   | Killed Piyrakhe the pandemonium lord
502582 | Zig:20   | Noticed Joigra Duang the pandemonium lord
502582 | Zig:20   | Killed Plog the pandemonium lord
502582 | Zig:20   | Killed Tamaidaf the pandemonium lord
502583 | Zig:20   | Noticed Jeoppi the pandemonium lord
502583 | Zig:20   | Killed Myav Vea the pandemonium lord
502583 | Zig:20   | Killed Basueck the pandemonium lord
502583 | Zig:20   | Killed Xioga the pandemonium lord
502583 | Zig:20   | Killed Jases the pandemonium lord
502583 | Zig:20   | Killed Komoyving the pandemonium lord
502583 | Zig:20   | Killed Uxkebae the pandemonium lord
502584 | Zig:20   | Noticed Xixtal the pandemonium lord
502585 | Zig:20   | Noticed Xeneum the pandemonium lord
502586 | Zig:20   | Noticed Emushrots the pandemonium lord
502586 | Zig:20   | Noticed Xaryje Ihie the pandemonium lord
502587 | Zig:20   | Noticed Lomeos the pandemonium lord
502587 | Zig:20   | Noticed Liuzok the pandemonium lord
502588 | Zig:20   | Noticed Jacveash the pandemonium lord
502588 | Zig:20   | Noticed Obbiwne Hefe the pandemonium lord
502588 | Zig:20   | Killed Mough the pandemonium lord
502588 | Zig:20   | Killed Lomeos the pandemonium lord
502588 | Zig:20   | Killed Edecw the pandemonium lord
502589 | Zig:20   | Noticed Remy the pandemonium lord
502589 | Zig:20   | Noticed Mosydusm the pandemonium lord
502590 | Zig:20   | Noticed Cozuaderr the pandemonium lord
502590 | Zig:20   | Noticed Viuluxza the pandemonium lord
502590 | Zig:20   | Killed Jeoppi the pandemonium lord
502590 | Zig:20   | Killed Memavykh the pandemonium lord
502592 | Zig:20   | Noticed Fohexeto the pandemonium lord
502592 | Zig:20   | Noticed Fiokyeh the pandemonium lord
502595 | Zig:20   | Killed Huumaewn the pandemonium lord
502595 | Zig:20   | Killed Jiesywn the pandemonium lord
502595 | Zig:20   | Killed Viuluxza the pandemonium lord
502595 | Zig:20   | Killed Akhaon the pandemonium lord
502595 | Zig:20   | Killed Fiokyeh the pandemonium lord
502596 | Zig:20   | Noticed Diedd the pandemonium lord
502596 | Zig:20   | Noticed Ituroefi the pandemonium lord
502596 | Zig:20   | Killed Remy the pandemonium lord
502597 | Zig:20   | Noticed Gosustarph the pandemonium lord
502597 | Zig:20   | Killed Gosustarph the pandemonium lord
502597 | Zig:20   | Killed Xaryje Ihie the pandemonium lord
502597 | Zig:20   | Killed Jacveash the pandemonium lord
502597 | Zig:20   | Killed Cozuaderr the pandemonium lord
502597 | Zig:20   | Killed Fohexeto the pandemonium lord
502598 | Zig:20   | Noticed Halarr the pandemonium lord
502598 | Zig:20   | Noticed Nanah the pandemonium lord
502598 | Zig:20   | Noticed Qoucw the pandemonium lord
502599 | Zig:20   | Noticed Yckameod the pandemonium lord
502601 | Zig:20   | Noticed Neorek the pandemonium lord
502601 | Zig:20   | Noticed Dyet Ysa the pandemonium lord
502601 | Zig:20   | Noticed Zauwki the pandemonium lord
502601 | Zig:20   | Noticed Cyonk the pandemonium lord
502603 | Zig:20   | Noticed Wuschama the pandemonium lord
502603 | Zig:20   | Noticed Nios the pandemonium lord
502604 | Zig:20   | Noticed Voymui the pandemonium lord
502604 | Zig:20   | Noticed Qumn the pandemonium lord
502604 | Zig:20   | Killed Baetriuc the pandemonium lord
502605 | Zig:20   | Noticed Jodgh the pandemonium lord
502606 | Zig:20   | Noticed Piebbim the pandemonium lord
502607 | Zig:20   | Killed Mosydusm the pandemonium lord
502610 | Zig:20   | Killed Xeneum the pandemonium lord
502610 | Zig:20   | Killed Nios the pandemonium lord
502610 | Zig:20   | Killed Ituroefi the pandemonium lord
502610 | Zig:20   | Killed Xixtal the pandemonium lord
502610 | Zig:20   | Killed Joigra Duang the pandemonium lord
502611 | Zig:20   | Noticed Mozoruo the pandemonium lord
502611 | Zig:20   | Noticed Hihuokkavva the pandemonium lord
502612 | Zig:20   | Noticed Dihurise the pandemonium lord
502613 | Zig:20   | Noticed Cyopame the pandemonium lord
502613 | Zig:20   | Noticed Uwouthunus the pandemonium lord
502613 | Zig:20   | Noticed Peocw the pandemonium lord
502613 | Zig:20   | Killed Uwouthunus the pandemonium lord
502613 | Zig:20   | Killed Liuzok the pandemonium lord
502613 | Zig:20   | Killed Qoucw the pandemonium lord
502613 | Zig:20   | Killed Jitong the pandemonium lord
502613 | Zig:20   | Killed Diedd the pandemonium lord
502614 | Zig:20   | Noticed Laaph the pandemonium lord
502614 | Zig:20   | Noticed Igram the pandemonium lord
502615 | Zig:20   | Noticed Uwnostrui the pandemonium lord
502615 | Zig:20   | Noticed Cusasunk the pandemonium lord
502616 | Zig:20   | Noticed Rextiff the pandemonium lord
502616 | Zig:20   | Noticed Ejug the pandemonium lord
502616 | Zig:20   | Killed Peocw the pandemonium lord
502616 | Zig:20   | Killed Obbiwne Hefe the pandemonium lord
502616 | Zig:20   | Killed Sop Azir the pandemonium lord
502616 | Zig:20   | Killed Cyonk the pandemonium lord
502616 | Zig:20   | Killed Piebbim the pandemonium lord
502616 | Zig:20   | Killed Soxiafin the pandemonium lord
502616 | Zig:20   | Killed Halarr the pandemonium lord
502616 | Zig:20   | Killed Yckameod the pandemonium lord
502616 | Zig:20   | Killed Emushrots the pandemonium lord
502616 | Zig:20   | Killed Zauwki the pandemonium lord
502616 | Zig:20   | Killed Wuschama the pandemonium lord
502616 | Zig:20   | Killed Ivowybli the pandemonium lord
502617 | Zig:20   | Noticed Redua the pandemonium lord
502617 | Zig:20   | Noticed Qaneot the pandemonium lord
502617 | Zig:20   | Killed Hihuokkavva the pandemonium lord
502618 | Zig:20   | Noticed Huczi the pandemonium lord
502618 | Zig:20   | Killed Jodgh the pandemonium lord
502619 | Zig:20   | Noticed Usidgh the pandemonium lord
502619 | Zig:20   | Killed Usidgh the pandemonium lord
502619 | Zig:20   | Noticed Paibrokh the pandemonium lord
502620 | Zig:20   | Noticed Tookkif the pandemonium lord
502621 | Zig:20   | Noticed Teboh the pandemonium lord
502621 | Zig:20   | Killed Wieppao the pandemonium lord
502621 | Zig:20   | Killed Rextiff the pandemonium lord
502621 | Zig:20   | Killed Mozoruo the pandemonium lord
502621 | Zig:20   | Killed Dihurise the pandemonium lord
502621 | Zig:20   | Killed Dyet Ysa the pandemonium lord
502621 | Zig:20   | Killed Huczi the pandemonium lord
502622 | Zig:20   | Noticed Buetyss the pandemonium lord
502623 | Zig:20   | Noticed Gepufut the pandemonium lord
502623 | Zig:20   | Noticed Xote the pandemonium lord
502623 | Zig:20   | Killed Xote the pandemonium lord
502625 | Zig:20   | Noticed Ecaroy the pandemonium lord
502626 | Zig:20   | Noticed Nataucen the pandemonium lord
502627 | Zig:20   | Noticed Hinatoi the pandemonium lord
502627 | Zig:20   | Killed Qumn the pandemonium lord
502627 | Zig:20   | Killed Cusasunk the pandemonium lord
502627 | Zig:20   | Killed Qaneot the pandemonium lord
502627 | Zig:20   | Killed Igram the pandemonium lord
502628 | Zig:20   | Noticed Santext the pandemonium lord
502628 | Zig:20   | Noticed Vaem the pandemonium lord
502628 | Zig:20   | Killed Nanah the pandemonium lord
502628 | Zig:20   | Killed Ejug the pandemonium lord
502628 | Zig:20   | Killed Gepufut the pandemonium lord
502628 | Zig:20   | Killed Buetyss the pandemonium lord
502629 | Zig:20   | Noticed Rouwuoh the pandemonium lord
502629 | Zig:20   | Noticed Suxete Qovi the pandemonium lord
502630 | Zig:20   | Noticed Cauram the pandemonium lord
502630 | Zig:20   | Noticed Jiniqati the pandemonium lord
502630 | Zig:20   | Killed Tookkif the pandemonium lord
502631 | Zig:20   | Noticed Xuybboch the pandemonium lord
502631 | Zig:20   | Noticed Binke the pandemonium lord
502632 | Zig:20   | Killed Redua the pandemonium lord
502632 | Zig:20   | Killed Teboh the pandemonium lord
502632 | Zig:20   | Killed Nataucen the pandemonium lord
502632 | Zig:20   | Killed Zeuloos the pandemonium lord
502632 | Zig:20   | Killed Voymui the pandemonium lord
502633 | Zig:20   | Noticed Yddyijas the pandemonium lord
502634 | Zig:20   | Noticed Suvoj the pandemonium lord
502634 | Zig:20   | Killed Suxete Qovi the pandemonium lord
502634 | Zig:20   | Killed Santext the pandemonium lord
502634 | Zig:20   | Killed Neorek the pandemonium lord
502634 | Zig:20   | Killed Binke the pandemonium lord
502634 | Zig:20   | Killed Luagh the pandemonium lord
502635 | Zig:20   | Noticed Ykhud the pandemonium lord
502635 | Zig:20   | Killed Cyopame the pandemonium lord
502637 | Zig:20   | Noticed Cury Yxe the pandemonium lord
502638 | Zig:20   | Noticed Puition the pandemonium lord
502638 | Zig:20   | Noticed Tujyraro the pandemonium lord
502638 | Zig:20   | Killed Uwnostrui the pandemonium lord
502638 | Zig:20   | Killed Laaph the pandemonium lord
502640 | Zig:20   | Noticed Efodghibb the pandemonium lord
502640 | Zig:20   | Noticed Cyshy the pandemonium lord
502640 | Zig:20   | Noticed Roykkupp the pandemonium lord
502640 | Zig:20   | Killed Paibrokh the pandemonium lord
502640 | Zig:20   | Killed Rouwuoh the pandemonium lord
502640 | Zig:20   | Killed Xuybboch the pandemonium lord
502640 | Zig:20   | Killed Ykhud the pandemonium lord
502641 | Zig:20   | Noticed Xicwoget the pandemonium lord
502641 | Zig:20   | Noticed Diegef the pandemonium lord
502641 | Zig:20   | Killed Ecaroy the pandemonium lord
502641 | Zig:20   | Killed Cauram the pandemonium lord
502641 | Zig:20   | Killed Vaem the pandemonium lord
502641 | Zig:20   | Killed Suvoj the pandemonium lord
502641 | Zig:20   | Killed Jiniqati the pandemonium lord
502642 | Zig:20   | Noticed Tiegoal the pandemonium lord
502642 | Zig:20   | Noticed Ugaest the pandemonium lord
502642 | Zig:20   | Killed Hinatoi the pandemonium lord
502643 | Zig:20   | Noticed Myastroc the pandemonium lord
502644 | Zig:20   | Noticed Cimpu the pandemonium lord
502645 | Zig:20   | Noticed Sirannot the pandemonium lord
502645 | Zig:20   | Noticed Feuq the pandemonium lord
502645 | Zig:20   | Killed Voxtuffy the pandemonium lord
502646 | Zig:20   | Noticed Qiyhau the pandemonium lord
502646 | Zig:20   | Noticed Anaeluu the pandemonium lord
502646 | Zig:20   | Killed Xicwoget the pandemonium lord
502646 | Zig:20   | Killed Ugaest the pandemonium lord
502646 | Zig:20   | Killed Yddyijas the pandemonium lord
502646 | Zig:20   | Killed Cury Yxe the pandemonium lord
502648 | Zig:20   | Killed Qiyhau the pandemonium lord
502648 | Zig:20   | Killed Sirannot the pandemonium lord
502649 | Zig:20   | Killed Efodghibb the pandemonium lord
502649 | Zig:20   | Killed Cimpu the pandemonium lord
502649 | Zig:20   | Killed Diegef the pandemonium lord
502651 | Zig:20   | Noticed Xocus the pandemonium lord
502651 | Zig:20   | Noticed Bir Lung the pandemonium lord
502651 | Zig:20   | Killed Tujyraro the pandemonium lord
502651 | Zig:20   | Killed Erikir the pandemonium lord
502652 | Zig:20   | Noticed Ewkamiem the pandemonium lord
502652 | Zig:20   | Noticed Madacry the pandemonium lord
502654 | Zig:20   | Killed Roykkupp the pandemonium lord
502655 | Zig:20   | Noticed Vustriat the pandemonium lord
502655 | Zig:20   | Killed Anaeluu the pandemonium lord
502655 | Zig:20   | Killed Tiegoal the pandemonium lord
502656 | Zig:20   | Killed Feuq the pandemonium lord
502657 | Zig:20   | Noticed Cefeynic the pandemonium lord
502657 | Zig:20   | Noticed Suhyq the pandemonium lord
502657 | Zig:20   | Noticed Aredghifo the pandemonium lord
502657 | Zig:20   | Noticed Ywoomm the pandemonium lord
502657 | Zig:20   | Noticed Wegug the pandemonium lord
502657 | Zig:20   | Killed Cyshy the pandemonium lord
502657 | Zig:20   | Killed Myastroc the pandemonium lord
502657 | Zig:20   | Killed Puition the pandemonium lord
502658 | Zig:20   | Noticed Aciosevo the pandemonium lord
502658 | Zig:20   | Noticed Esolioro the pandemonium lord
502660 | Zig:20   | Noticed Kygob the pandemonium lord
502660 | Zig:20   | Noticed Appiacs the pandemonium lord
502662 | Zig:20   | Noticed Iqawkueb the pandemonium lord
502662 | Zig:20   | Noticed Daig the pandemonium lord
502662 | Zig:20   | Killed Madacry the pandemonium lord
502662 | Zig:20   | Killed Ewkamiem the pandemonium lord
502663 | Zig:20   | Noticed Hielata the pandemonium lord
502664 | Zig:20   | Noticed Tiemm the pandemonium lord
502664 | Zig:20   | Killed Daig the pandemonium lord
502664 | Zig:20   | Killed Ywoomm the pandemonium lord
502664 | Zig:20   | Killed Xocus the pandemonium lord
502664 | Zig:20   | Killed Iqawkueb the pandemonium lord
502664 | Zig:20   | Killed Suhyq the pandemonium lord
502664 | Zig:20   | Killed Wegug the pandemonium lord
502665 | Zig:20   | Killed Kygob the pandemonium lord
502665 | Zig:20   | Killed Hielata the pandemonium lord
502665 | Zig:20   | Killed Tiemm the pandemonium lord
502667 | Zig:20   | Noticed Mixulal the pandemonium lord
502668 | Zig:20   | Killed Cefeynic the pandemonium lord
502670 | Zig:20   | Noticed Jeg Bee the pandemonium lord
502670 | Zig:20   | Killed Aciosevo the pandemonium lord
502670 | Zig:20   | Killed Jelesho the pandemonium lord
502670 | Zig:20   | Killed Mixulal the pandemonium lord
502670 | Zig:20   | Killed Vustriat the pandemonium lord
502670 | Zig:20   | Killed Esolioro the pandemonium lord
502671 | Zig:20   | Noticed Zack the pandemonium lord
502672 | Zig:20   | Killed Appiacs the pandemonium lord
502672 | Zig:20   | Killed Jeg Bee the pandemonium lord
502672 | Zig:20   | Killed Bir Lung the pandemonium lord
502673 | Zig:20   | Killed Zack the pandemonium lord
502675 | Zig:20   | Killed Aredghifo the pandemonium lord
502677 | Zig:20   | Noticed Itsih the pandemonium lord
502677 | Zig:20   | Killed Itsih the pandemonium lord
502678 | Zig:20   | Noticed Xibbeawku the pandemonium lord
502678 | Zig:20   | Killed Xibbeawku the pandemonium lord
502908 | Zig:21   | Entered Level 21 of a ziggurat
503158 | Zig:22   | Entered Level 22 of a ziggurat
503158 | Zig:22   | Noticed a juggernaut
503158 | Zig:22   | Noticed a juggernaut
503158 | Zig:22   | Noticed a juggernaut
503158 | Zig:22   | Noticed a juggernaut
503158 | Zig:22   | Noticed a juggernaut
503158 | Zig:22   | Noticed a juggernaut
503158 | Zig:22   | Noticed a juggernaut
503158 | Zig:22   | Noticed a juggernaut
503158 | Zig:22   | Noticed a juggernaut
503158 | Zig:22   | Noticed a juggernaut
503158 | Zig:22   | Noticed a juggernaut
503158 | Zig:22   | Noticed a juggernaut
503158 | Zig:22   | Noticed a juggernaut
503158 | Zig:22   | Noticed a juggernaut
503161 | Zig:22   | Noticed a juggernaut
503161 | Zig:22   | Noticed a juggernaut
503163 | Zig:22   | Noticed a juggernaut
503164 | Zig:22   | Killed a juggernaut
503164 | Zig:22   | Killed a juggernaut
503164 | Zig:22   | Killed a juggernaut
503164 | Zig:22   | Killed a juggernaut
503164 | Zig:22   | Killed a juggernaut
503164 | Zig:22   | Killed a juggernaut
503164 | Zig:22   | Killed a juggernaut
503164 | Zig:22   | Killed a juggernaut
503164 | Zig:22   | Killed a juggernaut
503164 | Zig:22   | Killed a juggernaut
503164 | Zig:22   | Killed a juggernaut
503164 | Zig:22   | Killed a juggernaut
503164 | Zig:22   | Killed a juggernaut
503164 | Zig:22   | Killed a juggernaut
503164 | Zig:22   | Killed a juggernaut
503164 | Zig:22   | Killed a juggernaut
503165 | Zig:22   | Noticed a juggernaut
503165 | Zig:22   | Noticed a juggernaut
503165 | Zig:22   | Noticed a juggernaut
503165 | Zig:22   | Noticed a juggernaut
503166 | Zig:22   | Noticed a juggernaut
503166 | Zig:22   | Noticed a juggernaut
503166 | Zig:22   | Noticed a juggernaut
503167 | Zig:22   | Noticed a juggernaut
503170 | Zig:22   | Noticed a juggernaut
503172 | Zig:22   | Noticed a juggernaut
503173 | Zig:22   | Killed a juggernaut
503173 | Zig:22   | Killed a juggernaut
503173 | Zig:22   | Killed a juggernaut
503173 | Zig:22   | Killed a juggernaut
503173 | Zig:22   | Killed a juggernaut
503173 | Zig:22   | Killed a juggernaut
503173 | Zig:22   | Killed a juggernaut
503173 | Zig:22   | Killed a juggernaut
503173 | Zig:22   | Killed a juggernaut
503173 | Zig:22   | Killed a juggernaut
503173 | Zig:22   | Killed a juggernaut
503174 | Zig:22   | Noticed a juggernaut
503174 | Zig:22   | Noticed a juggernaut
503174 | Zig:22   | Noticed a juggernaut
503174 | Zig:22   | Noticed a juggernaut
503174 | Zig:22   | Noticed a juggernaut
503174 | Zig:22   | Noticed a juggernaut
503174 | Zig:22   | Noticed a juggernaut
503174 | Zig:22   | Noticed a juggernaut
503174 | Zig:22   | Noticed a juggernaut
503175 | Zig:22   | Noticed a juggernaut
503175 | Zig:22   | Noticed a juggernaut
503177 | Zig:22   | Noticed a juggernaut
503177 | Zig:22   | Noticed a juggernaut
503177 | Zig:22   | Noticed a juggernaut
503177 | Zig:22   | Noticed a juggernaut
503178 | Zig:22   | Noticed a juggernaut
503179 | Zig:22   | Noticed a juggernaut
503179 | Zig:22   | Noticed a juggernaut
503179 | Zig:22   | Noticed a juggernaut
503180 | Zig:22   | Noticed a juggernaut
503181 | Zig:22   | Noticed a juggernaut
503183 | Zig:22   | Killed a juggernaut
503183 | Zig:22   | Killed a juggernaut
503183 | Zig:22   | Killed a juggernaut
503183 | Zig:22   | Killed a juggernaut
503183 | Zig:22   | Killed a juggernaut
503183 | Zig:22   | Killed a juggernaut
503183 | Zig:22   | Killed a juggernaut
503183 | Zig:22   | Killed a juggernaut
503183 | Zig:22   | Killed a juggernaut
503183 | Zig:22   | Killed a juggernaut
503183 | Zig:22   | Killed a juggernaut
503183 | Zig:22   | Killed a juggernaut
503183 | Zig:22   | Killed a juggernaut
503183 | Zig:22   | Killed a juggernaut
503183 | Zig:22   | Killed a juggernaut
503183 | Zig:22   | Killed a juggernaut
503184 | Zig:22   | Noticed a juggernaut
503184 | Zig:22   | Noticed a juggernaut
503185 | Zig:22   | Noticed a juggernaut
503185 | Zig:22   | Noticed a juggernaut
503185 | Zig:22   | Noticed a juggernaut
503188 | Zig:22   | Noticed a juggernaut
503188 | Zig:22   | Killed a juggernaut
503190 | Zig:22   | Noticed a juggernaut
503192 | Zig:22   | Killed a juggernaut
503192 | Zig:22   | Killed a juggernaut
503192 | Zig:22   | Killed a juggernaut
503192 | Zig:22   | Killed a juggernaut
503192 | Zig:22   | Killed a juggernaut
503192 | Zig:22   | Killed a juggernaut
503192 | Zig:22   | Killed a juggernaut
503192 | Zig:22   | Killed a juggernaut
503192 | Zig:22   | Killed a juggernaut
503192 | Zig:22   | Killed a juggernaut
503192 | Zig:22   | Killed a juggernaut
503193 | Zig:22   | Noticed a juggernaut
503193 | Zig:22   | Noticed a juggernaut
503193 | Zig:22   | Noticed a juggernaut
503193 | Zig:22   | Noticed a juggernaut
503194 | Zig:22   | Noticed a juggernaut
503194 | Zig:22   | Noticed a juggernaut
503194 | Zig:22   | Noticed a juggernaut
503195 | Zig:22   | Noticed a juggernaut
503195 | Zig:22   | Noticed a juggernaut
503196 | Zig:22   | Noticed a juggernaut
503200 | Zig:22   | Killed a juggernaut
503201 | Zig:22   | Noticed a juggernaut
503201 | Zig:22   | Noticed a juggernaut
503202 | Zig:22   | Noticed a juggernaut
503202 | Zig:22   | Noticed a juggernaut
503202 | Zig:22   | Noticed a juggernaut
503202 | Zig:22   | Noticed a juggernaut
503202 | Zig:22   | Noticed a juggernaut
503202 | Zig:22   | Noticed a juggernaut
503203 | Zig:22   | Noticed a juggernaut
503206 | Zig:22   | Noticed a juggernaut
503206 | Zig:22   | Noticed a juggernaut
503206 | Zig:22   | Killed a juggernaut
503206 | Zig:22   | Killed a juggernaut
503206 | Zig:22   | Killed a juggernaut
503206 | Zig:22   | Killed a juggernaut
503206 | Zig:22   | Killed a juggernaut
503206 | Zig:22   | Killed a juggernaut
503206 | Zig:22   | Killed a juggernaut
503206 | Zig:22   | Killed a juggernaut
503206 | Zig:22   | Killed a juggernaut
503206 | Zig:22   | Killed a juggernaut
503206 | Zig:22   | Killed a juggernaut
503206 | Zig:22   | Killed a juggernaut
503206 | Zig:22   | Killed a juggernaut
503206 | Zig:22   | Killed a juggernaut
503206 | Zig:22   | Killed a juggernaut
503206 | Zig:22   | Killed a juggernaut
503206 | Zig:22   | Killed a juggernaut
503207 | Zig:22   | Noticed a juggernaut
503210 | Zig:22   | Noticed a juggernaut
503212 | Zig:22   | Noticed a juggernaut
503215 | Zig:22   | Noticed a juggernaut
503215 | Zig:22   | Killed a juggernaut
503220 | Zig:22   | Noticed a juggernaut
503224 | Zig:22   | Killed a juggernaut
503224 | Zig:22   | Killed a juggernaut
503224 | Zig:22   | Killed a juggernaut
503224 | Zig:22   | Killed a juggernaut
503224 | Zig:22   | Killed a juggernaut
503224 | Zig:22   | Killed a juggernaut
503224 | Zig:22   | Killed a juggernaut
503225 | Zig:22   | Noticed a juggernaut
503225 | Zig:22   | Noticed a juggernaut
503225 | Zig:22   | Noticed a juggernaut
503227 | Zig:22   | Noticed a juggernaut
503227 | Zig:22   | Noticed a juggernaut
503233 | Zig:22   | Killed a juggernaut
503233 | Zig:22   | Killed a juggernaut
503233 | Zig:22   | Killed a juggernaut
503233 | Zig:22   | Killed a juggernaut
503233 | Zig:22   | Killed a juggernaut
503262 | Zig:22   | Got a translucent ruby amulet
503263 | Zig:22   | Identified the amulet "Cimaemof" {Reflect rElec MR- Int-4 Slay+5 SH+2} (You found it on level 17 of a ziggurat)
503265 | Zig:22   | Identified the amulet "Toel Jukk" {Harm *Drain rN+ Dex+4} (You found it on level 22 of a ziggurat)
503269 | Zig:22   | Identified the ring of Qashrurph {Fire +Inv} (You found it on level 19 of a ziggurat)
503276 | Zig:22   | Got a faintly glowing granite ring
503277 | Zig:22   | Identified the ring "Qiwe" {*Tele Slay+5} (You found it on level 22 of a ziggurat)
503292 | Zig:22   | Got a glittering turquoise ring
503293 | Zig:22   | Identified the ring of Caifuw {Ice rElec rPois Int+6 Dex-4} (You found it on level 22 of a ziggurat)
503309 | Zig:22   | Got a coiled ivory ring
503310 | Zig:22   | Identified the ring "Mimn" {*Corrode rF- rC+ rN++ Dex+3} (You found it on level 22 of a ziggurat)
503391 | Zig:22   | Got a shimmering brass ring
503392 | Zig:22   | Identified the ring of Beest {+Fly Str+2 Int+6} (You found it on level 22 of a ziggurat)
503507 | Zig:23   | Entered Level 23 of a ziggurat
503570 | Zig:23   | Noticed Gopt the pandemonium lord
503586 | Zig:23   | Killed Gopt the pandemonium lord
503626 | Zig:23   | Identified the Reference Book on the Damaging Birds
503669 | Zig:23   | Got a fine copper ring
503671 | Zig:23   | Identified the ring of Pyczag {Fire rPois} (You found it on level 23 of a ziggurat)
503680 | Zig:23   | Got a faintly glowing ruby amulet
503681 | Zig:23   | Identified the amulet of Hewo {Spirit rC+} (You found it on level 23 of a ziggurat)
503792 | Zig:24   | Entered Level 24 of a ziggurat
503997 | Zig:24   | Got a wavering ivory ring
503999 | Zig:24   | Identified the ring "Onuliaf" {Ice Str+4 Int-2 Dex+2} (You found it on level 24 of a ziggurat)
504040 | Zig:25   | Entered Level 25 of a ziggurat
504141 | Zig:25   | Identified Okhum's Almanac of Heat
504156 | Zig:25   | Got a clouded wooden ring
504158 | Zig:25   | Identified the ring "Asecw" {+Blink EV+3 Str+4} (You found it on level 25 of a ziggurat)
504165 | Zig:25   | Got a vibrating steel ring
504166 | Zig:25   | Identified the ring "Wimikoph" {rPois Int+3 Slay+1} (You found it on level 25 of a ziggurat)
504180 | Zig:25   | Got a crude tin amulet
504181 | Zig:25   | Identified the amulet "Ysaupn" {Inacc rPois Dex+8} (You found it on level 25 of a ziggurat)
504185 | Zig:25   | Got a transparent golden ring
504186 | Zig:25   | Identified the ring of Iddaibi {Wiz Int+7} (You found it on level 25 of a ziggurat)
504192 | Zig:25   | Got a smoking garnet amulet
504193 | Zig:25   | Identified the amulet "Evveh" {Gourm rPois rC+ Int-2} (You found it on level 25 of a ziggurat)
504200 | Zig:25   | Got a flickering lapis lazuli ring
504202 | Zig:25   | Identified the ring "Fodi Has" {MP+9 Int+2} (You found it on level 25 of a ziggurat)
504222 | Zig:25   | Got a brightly glowing bronze amulet
504223 | Zig:25   | Identified the amulet "Xuathuxt" {RegenMP Dex+4 Stlth+} (You found it on level 25 of a ziggurat)
504243 | Zig:25   | Got a clouded ivory ring
504244 | Zig:25   | Identified the ring "Uveuri" {AC+3 Int+4} (You found it on level 25 of a ziggurat)
504250 | Zig:25   | Got a vibrating platinum ring
504251 | Zig:25   | Identified the ring "Yragaq Xuan" {MR+ Str+4 SInv} (You found it on level 25 of a ziggurat)
504302 | Zig:26   | Entered Level 26 of a ziggurat
504333 | Zig:26   | Identified the Catalogue of the Volcano
504482 | Zig:26   | Got a clouded bronze amulet
504483 | Zig:26   | Identified the amulet of Trepidation {Gourm rElec Stlth+} (You found it on level 26 of a ziggurat)
504499 | Zig:26   | Got a crude sapphire amulet
504500 | Zig:26   | Identified the amulet "Guab" {Gourm rPois rF+ Str-4 Int+4} (You found it on level 26 of a ziggurat)
504515 | Zig:26   | Got a warped glass ring
504517 | Zig:26   | Identified the ring of Voazini {MR+ Int+7} (You found it on level 26 of a ziggurat)
504581 | Zig:26   | Identified the Incunabulum of Bewitching Dislocation
504608 | Zig:26   | Identified the +0 pair of gloves "Anim" {rN+++ Regen+ Str-2 Dex-3} (You found it on level 26 of a ziggurat)
504619 | Zig:26   | Identified the +0 helmet "Kech" {+Blink Dex+2} (You found it on level 26 of a ziggurat)
504650 | Zig:27   | Entered Level 27 of a ziggurat
504650 | Zig:27   | Noticed a greater mummy
504650 | Zig:27   | Noticed a greater mummy
504650 | Zig:27   | Noticed a greater mummy
504650 | Zig:27   | Noticed a greater mummy
504650 | Zig:27   | Noticed a greater mummy
504650 | Zig:27   | Noticed a greater mummy
504650 | Zig:27   | Noticed a greater mummy
504650 | Zig:27   | Noticed a greater mummy
504650 | Zig:27   | Noticed a greater mummy
504650 | Zig:27   | Noticed a greater mummy
504650 | Zig:27   | Noticed a greater mummy
504652 | Zig:27   | Noticed a greater mummy
504652 | Zig:27   | Noticed a greater mummy
504652 | Zig:27   | Killed a greater mummy
504652 | Zig:27   | Killed a greater mummy
504652 | Zig:27   | Killed a greater mummy
504652 | Zig:27   | Killed a greater mummy
504653 | Zig:27   | Noticed a greater mummy
504653 | Zig:27   | Killed a greater mummy
504654 | Zig:27   | Killed a greater mummy
504655 | Zig:27   | Noticed a greater mummy
504655 | Zig:27   | Noticed a greater mummy
504655 | Zig:27   | Noticed a greater mummy
504655 | Zig:27   | Noticed a greater mummy
504655 | Zig:27   | Noticed a greater mummy
504655 | Zig:27   | Killed a greater mummy
504655 | Zig:27   | Killed a greater mummy
504656 | Zig:27   | Noticed a greater mummy
504656 | Zig:27   | Noticed a greater mummy
504656 | Zig:27   | Noticed a greater mummy
504656 | Zig:27   | Noticed a greater mummy
504656 | Zig:27   | Noticed a greater mummy
504656 | Zig:27   | Killed a greater mummy
504656 | Zig:27   | Killed a greater mummy
504656 | Zig:27   | Killed a greater mummy
504657 | Zig:27   | Noticed a greater mummy
504657 | Zig:27   | Noticed a greater mummy
504657 | Zig:27   | Noticed a greater mummy
504657 | Zig:27   | Killed a greater mummy
504658 | Zig:27   | Noticed a greater mummy
504658 | Zig:27   | Killed a greater mummy
504659 | Zig:27   | Noticed a greater mummy
504659 | Zig:27   | Noticed a greater mummy
504659 | Zig:27   | Noticed a greater mummy
504659 | Zig:27   | Noticed a greater mummy
504660 | Zig:27   | Noticed a greater mummy
504660 | Zig:27   | Killed a greater mummy
504660 | Zig:27   | Killed a greater mummy
504660 | Zig:27   | Killed a greater mummy
504660 | Zig:27   | Killed a greater mummy
504660 | Zig:27   | Killed a greater mummy
504660 | Zig:27   | Killed a greater mummy
504660 | Zig:27   | Killed a greater mummy
504660 | Zig:27   | Killed a greater mummy
504660 | Zig:27   | Killed a greater mummy
504660 | Zig:27   | Killed a greater mummy
504660 | Zig:27   | Killed a greater mummy
504661 | Zig:27   | Noticed a greater mummy
504661 | Zig:27   | Noticed a greater mummy
504661 | Zig:27   | Noticed a greater mummy
504661 | Zig:27   | Noticed a greater mummy
504661 | Zig:27   | Noticed a greater mummy
504662 | Zig:27   | Noticed a greater mummy
504662 | Zig:27   | Noticed a greater mummy
504662 | Zig:27   | Killed a greater mummy
504662 | Zig:27   | Killed a greater mummy
504662 | Zig:27   | Killed a greater mummy
504663 | Zig:27   | Noticed a greater mummy
504663 | Zig:27   | Noticed a greater mummy
504663 | Zig:27   | Noticed a greater mummy
504663 | Zig:27   | Killed a greater mummy
504663 | Zig:27   | Killed a greater mummy
504663 | Zig:27   | Killed a greater mummy
504663 | Zig:27   | Killed a greater mummy
504664 | Zig:27   | Noticed a greater mummy
504664 | Zig:27   | Noticed a greater mummy
504664 | Zig:27   | Noticed a greater mummy
504664 | Zig:27   | Noticed a greater mummy
504664 | Zig:27   | Killed a greater mummy
504665 | Zig:27   | Noticed a greater mummy
504665 | Zig:27   | Noticed a greater mummy
504665 | Zig:27   | Noticed a greater mummy
504665 | Zig:27   | Noticed a greater mummy
504665 | Zig:27   | Killed a greater mummy
504665 | Zig:27   | Killed a greater mummy
504665 | Zig:27   | Killed a greater mummy
504666 | Zig:27   | Noticed a greater mummy
504666 | Zig:27   | Noticed a greater mummy
504666 | Zig:27   | Noticed a greater mummy
504666 | Zig:27   | Noticed a greater mummy
504667 | Zig:27   | Noticed a greater mummy
504667 | Zig:27   | Noticed a greater mummy
504668 | Zig:27   | Noticed a greater mummy
504668 | Zig:27   | Killed a greater mummy
504668 | Zig:27   | Killed a greater mummy
504668 | Zig:27   | Killed a greater mummy
504668 | Zig:27   | Killed a greater mummy
504668 | Zig:27   | Killed a greater mummy
504668 | Zig:27   | Killed a greater mummy
504668 | Zig:27   | Killed a greater mummy
504668 | Zig:27   | Killed a greater mummy
504668 | Zig:27   | Killed a greater mummy
504668 | Zig:27   | Killed a greater mummy
504668 | Zig:27   | Killed a greater mummy
504669 | Zig:27   | Noticed a greater mummy
504669 | Zig:27   | Noticed a greater mummy
504669 | Zig:27   | Noticed a greater mummy
504669 | Zig:27   | Noticed a greater mummy
504669 | Zig:27   | Noticed a greater mummy
504669 | Zig:27   | Noticed a greater mummy
504669 | Zig:27   | Noticed a greater mummy
504669 | Zig:27   | Noticed a greater mummy
504669 | Zig:27   | Killed a greater mummy
504669 | Zig:27   | Killed a greater mummy
504669 | Zig:27   | Killed a greater mummy
504669 | Zig:27   | Killed a greater mummy
504669 | Zig:27   | Killed a greater mummy
504669 | Zig:27   | Killed a greater mummy
504670 | Zig:27   | Noticed a greater mummy
504670 | Zig:27   | Noticed a greater mummy
504670 | Zig:27   | Killed a greater mummy
504670 | Zig:27   | Killed a greater mummy
504670 | Zig:27   | Killed a greater mummy
504671 | Zig:27   | Noticed a greater mummy
504671 | Zig:27   | Noticed a greater mummy
504671 | Zig:27   | Killed a greater mummy
504671 | Zig:27   | Killed a greater mummy
504671 | Zig:27   | Killed a greater mummy
504671 | Zig:27   | Killed a greater mummy
504672 | Zig:27   | Noticed a greater mummy
504672 | Zig:27   | Noticed a greater mummy
504672 | Zig:27   | Noticed a greater mummy
504672 | Zig:27   | Killed a greater mummy
504672 | Zig:27   | Killed a greater mummy
504672 | Zig:27   | Killed a greater mummy
504672 | Zig:27   | Killed a greater mummy
504673 | Zig:27   | Noticed a greater mummy
504673 | Zig:27   | Killed a greater mummy
504673 | Zig:27   | Killed a greater mummy
504673 | Zig:27   | Killed a greater mummy
504673 | Zig:27   | Killed a greater mummy
504673 | Zig:27   | Killed a greater mummy
504674 | Zig:27   | Noticed a greater mummy
504674 | Zig:27   | Noticed a greater mummy
504674 | Zig:27   | Noticed a greater mummy
504674 | Zig:27   | Noticed a greater mummy
504675 | Zig:27   | Noticed a greater mummy
504675 | Zig:27   | Noticed a greater mummy
504675 | Zig:27   | Noticed a greater mummy
504675 | Zig:27   | Noticed a greater mummy
504675 | Zig:27   | Killed a greater mummy
504675 | Zig:27   | Killed a greater mummy
504675 | Zig:27   | Killed a greater mummy
504675 | Zig:27   | Killed a greater mummy
504676 | Zig:27   | Noticed a greater mummy
504676 | Zig:27   | Noticed a greater mummy
504676 | Zig:27   | Noticed a greater mummy
504677 | Zig:27   | Noticed a greater mummy
504677 | Zig:27   | Killed a greater mummy
504677 | Zig:27   | Killed a greater mummy
504677 | Zig:27   | Killed a greater mummy
504678 | Zig:27   | Noticed a greater mummy
504678 | Zig:27   | Noticed a greater mummy
504678 | Zig:27   | Noticed a greater mummy
504678 | Zig:27   | Noticed a greater mummy
504678 | Zig:27   | Killed a greater mummy
504678 | Zig:27   | Killed a greater mummy
504678 | Zig:27   | Killed a greater mummy
504678 | Zig:27   | Killed a greater mummy
504679 | Zig:27   | Noticed a greater mummy
504679 | Zig:27   | Noticed a greater mummy
504679 | Zig:27   | Noticed a greater mummy
504679 | Zig:27   | Noticed a greater mummy
504679 | Zig:27   | Killed a greater mummy
504679 | Zig:27   | Killed a greater mummy
504679 | Zig:27   | Killed a greater mummy
504679 | Zig:27   | Killed a greater mummy
504679 | Zig:27   | Killed a greater mummy
504679 | Zig:27   | Killed a greater mummy
504679 | Zig:27   | Killed a greater mummy
504679 | Zig:27   | Killed a greater mummy
504679 | Zig:27   | Killed a greater mummy
504679 | Zig:27   | Killed a greater mummy
504680 | Zig:27   | Noticed a greater mummy
504680 | Zig:27   | Noticed a greater mummy
504682 | Zig:27   | Noticed a greater mummy
504683 | Zig:27   | Noticed a greater mummy
504683 | Zig:27   | Killed a greater mummy
504683 | Zig:27   | Killed a greater mummy
504683 | Zig:27   | Killed a greater mummy
504683 | Zig:27   | Killed a greater mummy
504683 | Zig:27   | Killed a greater mummy
504686 | Zig:27   | Killed a greater mummy
504686 | Zig:27   | Killed a greater mummy
504689 | Zig:27   | Killed a greater mummy
504689 | Zig:27   | Killed a greater mummy
504699 | Zig:27   | Identified the +0 cloak of Qetitew {Dex+2} (You found it on level 27 of a ziggurat)
504725 | Zig:27   | Got a brightly glowing jade ring
504735 | Zig:27   | Got a glittering silver ring
504737 | Zig:27   | Identified the ring "Faed" {*Drain rN+++ MR+ Str+4 Stlth-} (You found it on level 27 of a ziggurat)
504754 | Zig:27   | Got a faintly glowing brass amulet
504755 | Zig:27   | Identified the amulet of Jaklucly {Gourm rElec rN+} (You found it on level 27 of a ziggurat)
504775 | Zig:27   | Identified the Tome of the Oath
504785 | Zig:27   | Got a fine golden ring
504786 | Zig:27   | Identified the ring "Annecsaimm" {rC+ Str+2} (You found it on level 27 of a ziggurat)
504863 | Zig:27   | Identified the +9 ice dragon scales of the Stars {+Inv rF- rC++ Int+5 Stlth+} (You found it on level 27 of a ziggurat)
504892 | Depths:1 | Identified the ring of Leiloll {rC+ Str+3 Dex+2 Slay+2 Stlth-} (You found it on level 27 of a ziggurat)
504943 | Depths:2 | Identified the +0 pair of gloves "Ullesime" {MR+} (You acquired it on level 2 of the Depths)
504944 | Depths:2 | Identified the +0 pair of gloves "Yllapoam" {rCorr} (You acquired it on level 2 of the Depths)
504945 | Depths:2 | Identified the +0 pair of boots of the Sky {rN+ SInv} (You acquired it on level 2 of the Depths)
504946 | Depths:2 | Identified the -6 pair of gloves of the Sea {rN+ rCorr} (You acquired it on level 2 of the Depths)
504947 | Depths:2 | Identified the +2 large shield of Pathos {*Contam +Blink Dex+5} (You acquired it on level 2 of the Depths)
504948 | Depths:2 | Identified the +0 pair of gloves of Voheskui {rC+} (You acquired it on level 2 of the Depths)
504949 | Depths:2 | Identified the -5 hat "Qaxead" {Dex+6} (You acquired it on level 2 of the Depths)
504950 | Depths:2 | Identified the +0 hat "Soteeroe" {rElec Str-3 Int+6} (You acquired it on level 2 of the Depths)
504951 | Depths:2 | Identified the +0 large shield of Vehumet's Hatred {+Blink MR+ Str-4 Dex+5} (You acquired it on level 2 of the Depths)
505023 | Depths:2 | Got a smoking ring mail
505044 | Depths:2 | Got a brightly glowing plate armour
505044 | Depths:2 | Got a twisted plate armour
505063 | Depths:2 | Got a brightly glowing shield
505077 | Depths:2 | Got a steaming plate armour
505110 | Depths:2 | Got an ancient scale mail
505110 | Depths:2 | Got a faintly humming shield
505122 | Depths:2 | Got a brightly glowing shield
505122 | Depths:2 | Got a citrine-encrusted ring mail
505122 | Depths:2 | Got an ichor-stained chain mail
505122 | Depths:2 | Got a steaming ring mail
505155 | Depths:2 | Got a faintly glowing shield
505155 | Depths:2 | Got a pitted shield
505177 | Depths:2 | Got a bloodstained chain mail
505177 | Depths:2 | Got an encrusted shield
505188 | Depths:2 | Got a twisted plate armour
505216 | Depths:2 | Got a citrine-encrusted plate armour
505216 | Depths:2 | Got an encrusted plate armour
505332 | Depths:2 | Got a brightly glowing plate armour
505332 | Depths:2 | Got a twisted shield
505384 | Depths:2 | Got a jade-encrusted scale mail
505396 | Depths:2 | Got a distressingly furry shield
505396 | Depths:2 | Got a smoking shield
505447 | Depths:2 | Got a polished shield
505459 | Depths:2 | Got a slimy plate armour
505494 | Zig:1    | Entered Level 1 of a ziggurat
505578 | Zig:2    | Entered Level 2 of a ziggurat
505655 | Zig:3    | Entered Level 3 of a ziggurat
505655 | Zig:3    | Noticed a juggernaut
505655 | Zig:3    | Noticed a juggernaut
505655 | Zig:3    | Noticed a juggernaut
505655 | Zig:3    | Noticed a juggernaut
505655 | Zig:3    | Noticed a juggernaut
505655 | Zig:3    | Noticed a juggernaut
505655 | Zig:3    | Noticed a juggernaut
505655 | Zig:3    | Noticed a juggernaut
505658 | Zig:3    | Noticed a juggernaut
505661 | Zig:3    | Killed a juggernaut
505661 | Zig:3    | Killed a juggernaut
505661 | Zig:3    | Killed a juggernaut
505661 | Zig:3    | Killed a juggernaut
505661 | Zig:3    | Killed a juggernaut
505661 | Zig:3    | Killed a juggernaut
505661 | Zig:3    | Killed a juggernaut
505661 | Zig:3    | Killed a juggernaut
505661 | Zig:3    | Killed a juggernaut
505662 | Zig:3    | Noticed a juggernaut
505662 | Zig:3    | Noticed a juggernaut
505671 | Zig:3    | Killed a juggernaut
505673 | Zig:3    | Killed a juggernaut
505713 | Zig:3    | Got a glittering zirconium amulet
505714 | Zig:3    | Identified the amulet "Xeat" {Inacc rElec rPois Str-5 Int+4} (You found it on level 3 of a ziggurat)
505732 | Zig:4    | Entered Level 4 of a ziggurat
505756 | Zig:4    | Got a twitching silver ring
505758 | Zig:4    | Identified the ring "Bistas" {Wiz rElec MR- MP-9 Dex+8} (You found it on level 4 of a ziggurat)
505793 | Zig:4    | Identified the Almanac of Damaging Moulding
505801 | Zig:5    | Entered Level 5 of a ziggurat
505851 | Zig:5    | Got a heavily runed lead ring
505853 | Zig:5    | Identified the cursed ring of the Establishment {+Inv rElec MR++ AC-2 Dex-5} (You found it on level 5 of a ziggurat)
505903 | Zig:6    | Entered Level 6 of a ziggurat
506038 | Zig:7    | Entered Level 7 of a ziggurat
506172 | Zig:8    | Entered Level 8 of a ziggurat
506244 | Zig:8    | Identified the +1 cloak "Fuutida" {*Slow rN+++ Str-4 SInv} (You found it on level 8 of a ziggurat)
506252 | Zig:9    | Entered Level 9 of a ziggurat
506355 | Zig:9    | Got a smoking wooden ring
506357 | Zig:9    | Identified the ring "Betwi" {MR- EV+1 Str+8} (You found it on level 9 of a ziggurat)
506370 | Zig:9    | Identified the cursed +0 demon whip of the Hidden Vale {vamp, rC+ rN+} (You found it on level 9 of a ziggurat)
506397 | Zig:10   | Entered Level 10 of a ziggurat
506521 | Zig:11   | Entered Level 11 of a ziggurat
506617 | Zig:12   | Entered Level 12 of a ziggurat
506670 | Zig:12   | Identified Biun Nolipp's Volume of Unstable Flames
506770 | Zig:13   | Entered Level 13 of a ziggurat
506770 | Zig:13   | Noticed Uddionni the pandemonium lord
506770 | Zig:13   | Noticed Soclof the pandemonium lord
506770 | Zig:13   | Noticed Giruket the pandemonium lord
506770 | Zig:13   | Noticed Raottoc the pandemonium lord
506770 | Zig:13   | Noticed Zipnad the pandemonium lord
506770 | Zig:13   | Noticed Moffure the pandemonium lord
506770 | Zig:13   | Noticed Puisk the pandemonium lord
506770 | Zig:13   | Noticed Hita the pandemonium lord
506770 | Zig:13   | Noticed Cexiawoo the pandemonium lord
506770 | Zig:13   | Noticed Xurab the pandemonium lord
506770 | Zig:13   | Noticed Maculiat the pandemonium lord
506770 | Zig:13   | Noticed Gezxaoph the pandemonium lord
506770 | Zig:13   | Noticed Eprore the pandemonium lord
506770 | Zig:13   | Noticed Voagruta the pandemonium lord
506770 | Zig:13   | Noticed Zoibar the pandemonium lord
506770 | Zig:13   | Noticed Meeck the pandemonium lord
506770 | Zig:13   | Noticed Yziusapt the pandemonium lord
506770 | Zig:13   | Noticed Angiux the pandemonium lord
506770 | Zig:13   | Noticed Feigeor the pandemonium lord
506770 | Zig:13   | Noticed Tiudef the pandemonium lord
506770 | Zig:13   | Noticed Icvud the pandemonium lord
506770 | Zig:13   | Noticed Ecayff the pandemonium lord
506770 | Zig:13   | Noticed Ytteabb the pandemonium lord
506772 | Zig:13   | Noticed Beruaponn the pandemonium lord
506772 | Zig:13   | Noticed Meveosargh the pandemonium lord
506774 | Zig:13   | Noticed Higeuthru the pandemonium lord
506774 | Zig:13   | Noticed Ruaghooh the pandemonium lord
506775 | Zig:13   | Noticed Lummowuo the pandemonium lord
506775 | Zig:13   | Killed Angiux the pandemonium lord
506775 | Zig:13   | Killed Icvud the pandemonium lord
506775 | Zig:13   | Killed Tiudef the pandemonium lord
506775 | Zig:13   | Killed Meeck the pandemonium lord
506775 | Zig:13   | Killed Zipnad the pandemonium lord
506775 | Zig:13   | Killed Gezxaoph the pandemonium lord
506776 | Zig:13   | Noticed Biruteuth the pandemonium lord
506776 | Zig:13   | Noticed Pox Ekat the pandemonium lord
506777 | Zig:13   | Noticed Ubaed the pandemonium lord
506777 | Zig:13   | Killed Yziusapt the pandemonium lord
506777 | Zig:13   | Killed Ecayff the pandemonium lord
506777 | Zig:13   | Killed Voagruta the pandemonium lord
506779 | Zig:13   | Killed Maculiat the pandemonium lord
506779 | Zig:13   | Killed Zoibar the pandemonium lord
506779 | Zig:13   | Killed Zirelor the pandemonium lord
506781 | Zig:13   | Killed Hita the pandemonium lord
506781 | Zig:13   | Killed Cexiawoo the pandemonium lord
506781 | Zig:13   | Killed Ubaed the pandemonium lord
506781 | Zig:13   | Killed Eprore the pandemonium lord
506782 | Zig:13   | Noticed Nodwonu the pandemonium lord
506782 | Zig:13   | Noticed Cuhuipre the pandemonium lord
506782 | Zig:13   | Killed Raottoc the pandemonium lord
506782 | Zig:13   | Killed Nodwonu the pandemonium lord
506782 | Zig:13   | Killed Lummowuo the pandemonium lord
506782 | Zig:13   | Killed Puisk the pandemonium lord
506783 | Zig:13   | Noticed Lotepsi the pandemonium lord
506784 | Zig:13   | Noticed Ajubribayrgh the pandemonium lord
506785 | Zig:13   | Noticed Didopsug the pandemonium lord
506785 | Zig:13   | Noticed Uzakhlaa the pandemonium lord
506785 | Zig:13   | Killed Beruaponn the pandemonium lord
506785 | Zig:13   | Killed Ytteabb the pandemonium lord
506785 | Zig:13   | Killed Higeuthru the pandemonium lord
506785 | Zig:13   | Killed Tauh the pandemonium lord
506785 | Zig:13   | Killed Xurab the pandemonium lord
506786 | Zig:13   | Noticed Zuguilucs the pandemonium lord
506787 | Zig:13   | Noticed Lohetz the pandemonium lord
506787 | Zig:13   | Killed Zuguilucs the pandemonium lord
506787 | Zig:13   | Killed Uzakhlaa the pandemonium lord
506787 | Zig:13   | Killed Feigeor the pandemonium lord
506788 | Zig:13   | Noticed Volud the pandemonium lord
506788 | Zig:13   | Noticed Cebremia the pandemonium lord
506789 | Zig:13   | Killed Lohetz the pandemonium lord
506789 | Zig:13   | Killed Didopsug the pandemonium lord
506790 | Zig:13   | Noticed Hojarom the pandemonium lord
506791 | Zig:13   | Noticed Plog the pandemonium lord
506791 | Zig:13   | Killed Cebremia the pandemonium lord
506793 | Zig:13   | Noticed Uwuon the pandemonium lord
506794 | Zig:13   | Noticed Buykhua the pandemonium lord
506794 | Zig:13   | Killed Lotepsi the pandemonium lord
506795 | Zig:13   | Noticed Veamunt the pandemonium lord
506795 | Zig:13   | Noticed Dashuonk the pandemonium lord
506796 | Zig:13   | Killed Ajubribayrgh the pandemonium lord
506797 | Zig:13   | Noticed Hitosat the pandemonium lord
506799 | Zig:13   | Killed Plog the pandemonium lord
506800 | Zig:13   | Killed Ruaghooh the pandemonium lord
506800 | Zig:13   | Killed Pox Ekat the pandemonium lord
506801 | Zig:13   | Killed Uddionni the pandemonium lord
506801 | Zig:13   | Killed Volud the pandemonium lord
506803 | Zig:13   | Noticed Lecekor the pandemonium lord
506803 | Zig:13   | Killed Moffure the pandemonium lord
506803 | Zig:13   | Killed Rechios the pandemonium lord
506803 | Zig:13   | Killed Hojarom the pandemonium lord
506803 | Zig:13   | Killed Hiligof the pandemonium lord
506803 | Zig:13   | Killed Uwuon the pandemonium lord
506805 | Zig:13   | Noticed Deph the pandemonium lord
506805 | Zig:13   | Noticed Ysytir the pandemonium lord
506806 | Zig:13   | Noticed Doatodef the pandemonium lord
506806 | Zig:13   | Killed Cuhuipre the pandemonium lord
506807 | Zig:13   | Noticed Gyiptuir the pandemonium lord
506807 | Zig:13   | Noticed Xozuw the pandemonium lord
506807 | Zig:13   | Killed Biruteuth the pandemonium lord
506807 | Zig:13   | Killed Buykhua the pandemonium lord
506807 | Zig:13   | Killed Meveosargh the pandemonium lord
506808 | Zig:13   | Noticed Bugecuzy the pandemonium lord
506808 | Zig:13   | Noticed Jupluvok the pandemonium lord
506809 | Zig:13   | Noticed Ruunacux the pandemonium lord
506809 | Zig:13   | Noticed Acior the pandemonium lord
506809 | Zig:13   | Noticed Kykiuxer the pandemonium lord
506809 | Zig:13   | Noticed Yvumof Towu the pandemonium lord
506809 | Zig:13   | Killed Veamunt the pandemonium lord
506809 | Zig:13   | Killed Waox Femi the pandemonium lord
506809 | Zig:13   | Noticed Dotuute the pandemonium lord
506809 | Zig:13   | Killed Giruket the pandemonium lord
506810 | Zig:13   | Noticed Tunilics the pandemonium lord
506810 | Zig:13   | Killed Dashuonk the pandemonium lord
506811 | Zig:13   | Noticed Ojeits the pandemonium lord
506811 | Zig:13   | Noticed Ebysasys the pandemonium lord
506812 | Zig:13   | Noticed Isockem the pandemonium lord
506812 | Zig:13   | Killed Jupluvok the pandemonium lord
506812 | Zig:13   | Killed Tunilics the pandemonium lord
506812 | Zig:13   | Killed Dotuute the pandemonium lord
506812 | Zig:13   | Killed Bugecuzy the pandemonium lord
506813 | Zig:13   | Noticed Zir Suhec the pandemonium lord
506813 | Zig:13   | Noticed Munekhlyp the pandemonium lord
506815 | Zig:13   | Killed Yvumof Towu the pandemonium lord
506815 | Zig:13   | Killed Ysytir the pandemonium lord
506815 | Zig:13   | Killed Deph the pandemonium lord
506815 | Zig:13   | Killed Ruunacux the pandemonium lord
506815 | Zig:13   | Killed Isockem the pandemonium lord
506815 | Zig:13   | Killed Nesat the pandemonium lord
506816 | Zig:13   | Noticed Zuvommap the pandemonium lord
506817 | Zig:13   | Killed Gyiptuir the pandemonium lord
506817 | Zig:13   | Killed Hitosat the pandemonium lord
506817 | Zig:13   | Killed Munekhlyp the pandemonium lord
506817 | Zig:13   | Killed Xozuw the pandemonium lord
506818 | Zig:13   | Noticed Gingeo the pandemonium lord
506818 | Zig:13   | Killed Lecekor the pandemonium lord
506818 | Zig:13   | Killed Ojeits the pandemonium lord
506818 | Zig:13   | Killed Okepn the pandemonium lord
506818 | Zig:13   | Killed Kykiuxer the pandemonium lord
506819 | Zig:13   | Noticed Morghown the pandemonium lord
506820 | Zig:13   | Killed Zir Suhec the pandemonium lord
506820 | Zig:13   | Killed Zuvommap the pandemonium lord
506821 | Zig:13   | Noticed Xinkein the pandemonium lord
506822 | Zig:13   | Noticed Agacejeoram the pandemonium lord
506822 | Zig:13   | Killed Doatodef the pandemonium lord
506823 | Zig:13   | Noticed Abbijodu the pandemonium lord
506823 | Zig:13   | Noticed Kussofasm the pandemonium lord
506823 | Zig:13   | Killed Kussofasm the pandemonium lord
506823 | Zig:13   | Killed Ebysasys the pandemonium lord
506824 | Zig:13   | Killed Acior the pandemonium lord
506825 | Zig:13   | Noticed Rajaate the pandemonium lord
506825 | Zig:13   | Noticed Cattacu the pandemonium lord
506825 | Zig:13   | Noticed Huq Zumi the pandemonium lord
506825 | Zig:13   | Killed Gingeo the pandemonium lord
506826 | Zig:13   | Noticed Vukhaef the pandemonium lord
506827 | Zig:13   | Killed Xinkein the pandemonium lord
506828 | Zig:13   | Noticed Hughedy the pandemonium lord
506828 | Zig:13   | Noticed Yntaju the pandemonium lord
506828 | Zig:13   | Killed Abbijodu the pandemonium lord
506829 | Zig:13   | Noticed Qijocsiu the pandemonium lord
506829 | Zig:13   | Killed Morghown the pandemonium lord
506829 | Zig:13   | Killed Agacejeoram the pandemonium lord
506830 | Zig:13   | Noticed Udu Serch the pandemonium lord
506831 | Zig:13   | Noticed Wemun the pandemonium lord
506831 | Zig:13   | Noticed Uvvem the pandemonium lord
506831 | Zig:13   | Noticed Lefos the pandemonium lord
506831 | Zig:13   | Noticed Fitoutav the pandemonium lord
506833 | Zig:13   | Killed Fitoutav the pandemonium lord
506833 | Zig:13   | Killed Cattacu the pandemonium lord
506833 | Zig:13   | Killed Lefos the pandemonium lord
506835 | Zig:13   | Noticed Dilofito the pandemonium lord
506836 | Zig:13   | Killed Vukhaef the pandemonium lord
506837 | Zig:13   | Killed Huq Zumi the pandemonium lord
506837 | Zig:13   | Killed Udu Serch the pandemonium lord
506837 | Zig:13   | Killed Wemun the pandemonium lord
506837 | Zig:13   | Killed Yntaju the pandemonium lord
506838 | Zig:13   | Noticed Ommow the pandemonium lord
506839 | Zig:13   | Killed Rajaate the pandemonium lord
506839 | Zig:13   | Killed Hughedy the pandemonium lord
506840 | Zig:13   | Noticed Asuwoong the pandemonium lord
506841 | Zig:13   | Killed Qijocsiu the pandemonium lord
506842 | Zig:13   | Noticed Pygerphoiti the pandemonium lord
506843 | Zig:13   | Noticed Ricsel the pandemonium lord
506843 | Zig:13   | Killed Dilofito the pandemonium lord
506843 | Zig:13   | Killed Ommow the pandemonium lord
506844 | Zig:13   | Killed Asuwoong the pandemonium lord
506844 | Zig:13   | Killed Soclof the pandemonium lord
506844 | Zig:13   | Killed Uvvem the pandemonium lord
506846 | Zig:13   | Noticed Apietum the pandemonium lord
506846 | Zig:13   | Noticed Fotohanu the pandemonium lord
506847 | Zig:13   | Noticed Wixileiw the pandemonium lord
506847 | Zig:13   | Noticed Comauxt the pandemonium lord
506847 | Zig:13   | Killed Ricsel the pandemonium lord
506848 | Zig:13   | Noticed Waalirhu the pandemonium lord
506848 | Zig:13   | Killed Pygerphoiti the pandemonium lord
506849 | Zig:13   | Killed Otsodeb the pandemonium lord
506849 | Zig:13   | Killed Comauxt the pandemonium lord
506851 | Zig:13   | Noticed Pazoott the pandemonium lord
506851 | Zig:13   | Killed Apietum the pandemonium lord
506852 | Zig:13   | Noticed Gemap the pandemonium lord
506852 | Zig:13   | Killed Fotohanu the pandemonium lord
506852 | Zig:13   | Killed Waalirhu the pandemonium lord
506852 | Zig:13   | Killed Pazoott the pandemonium lord
506855 | Zig:13   | Killed Gemap the pandemonium lord
506855 | Zig:13   | Killed Wixileiw the pandemonium lord
506909 | Zig:13   | Got an ancient copper ring
506911 | Zig:13   | Identified the ring "Toklequa" {rF- Int+3 Dex+4} (You found it on level 13 of a ziggurat)
506957 | Zig:13   | Identified the +5 shadow dragon scales of Isitoz {Str+2 Stlth++++} (You found it on level 13 of a ziggurat)
506970 | Zig:14   | Entered Level 14 of a ziggurat
506970 | Zig:14   | Noticed a greater mummy
506970 | Zig:14   | Noticed a greater mummy
506970 | Zig:14   | Noticed a greater mummy
506970 | Zig:14   | Noticed a greater mummy
506970 | Zig:14   | Noticed a greater mummy
506970 | Zig:14   | Noticed a greater mummy
506970 | Zig:14   | Noticed a greater mummy
506970 | Zig:14   | Noticed a greater mummy
506970 | Zig:14   | Noticed a greater mummy
506970 | Zig:14   | Noticed a greater mummy
506972 | Zig:14   | Noticed a greater mummy
506972 | Zig:14   | Noticed a greater mummy
506972 | Zig:14   | Killed a greater mummy
506972 | Zig:14   | Killed a greater mummy
506972 | Zig:14   | Killed a greater mummy
506972 | Zig:14   | Killed a greater mummy
506972 | Zig:14   | Killed a greater mummy
506972 | Zig:14   | Killed a greater mummy
506972 | Zig:14   | Killed a greater mummy
506973 | Zig:14   | Killed a greater mummy
506975 | Zig:14   | Noticed a greater mummy
506976 | Zig:14   | Killed a greater mummy
506976 | Zig:14   | Killed a greater mummy
506977 | Zig:14   | Noticed a greater mummy
506978 | Zig:14   | Noticed a greater mummy
506978 | Zig:14   | Noticed a greater mummy
506979 | Zig:14   | Noticed a greater mummy
506979 | Zig:14   | Noticed a greater mummy
506979 | Zig:14   | Noticed a greater mummy
506980 | Zig:14   | Noticed a greater mummy
506980 | Zig:14   | Noticed a greater mummy
506981 | Zig:14   | Noticed a greater mummy
506981 | Zig:14   | Killed a greater mummy
506981 | Zig:14   | Killed a greater mummy
506982 | Zig:14   | Noticed a greater mummy
506982 | Zig:14   | Killed a greater mummy
506983 | Zig:14   | Noticed a greater mummy
506983 | Zig:14   | Noticed a greater mummy
506983 | Zig:14   | Noticed a greater mummy
506983 | Zig:14   | Killed a greater mummy
506983 | Zig:14   | Killed a greater mummy
506983 | Zig:14   | Killed a greater mummy
506983 | Zig:14   | Killed a greater mummy
506984 | Zig:14   | Noticed a greater mummy
506984 | Zig:14   | Killed a greater mummy
506984 | Zig:14   | Killed a greater mummy
506984 | Zig:14   | Killed a greater mummy
506984 | Zig:14   | Killed a greater mummy
506984 | Zig:14   | Killed a greater mummy
506984 | Zig:14   | Killed a greater mummy
506984 | Zig:14   | Killed a greater mummy
506984 | Zig:14   | Killed a greater mummy
506985 | Zig:14   | Noticed a greater mummy
506985 | Zig:14   | Killed a greater mummy
506986 | Zig:14   | Noticed a greater mummy
506986 | Zig:14   | Noticed a greater mummy
506987 | Zig:14   | Noticed a greater mummy
506987 | Zig:14   | Noticed a greater mummy
506988 | Zig:14   | Noticed a greater mummy
506988 | Zig:14   | Noticed a greater mummy
506989 | Zig:14   | Noticed a greater mummy
506989 | Zig:14   | Killed a greater mummy
506989 | Zig:14   | Killed a greater mummy
506989 | Zig:14   | Killed a greater mummy
506989 | Zig:14   | Killed a greater mummy
506989 | Zig:14   | Killed a greater mummy
506989 | Zig:14   | Killed a greater mummy
506990 | Zig:14   | Noticed a greater mummy
506990 | Zig:14   | Noticed a greater mummy
506991 | Zig:14   | Killed a greater mummy
506992 | Zig:14   | Killed a greater mummy
506993 | Zig:14   | Killed a greater mummy
506994 | Zig:14   | Noticed a greater mummy
506994 | Zig:14   | Killed a greater mummy
506995 | Zig:14   | Noticed a greater mummy
506996 | Zig:14   | Killed a greater mummy
506999 | Zig:14   | Killed a greater mummy
507001 | Zig:14   | Killed a greater mummy
507021 | Zig:14   | Got a twitching lapis lazuli ring
507023 | Zig:14   | Identified the ring of Roimumoz {rC+ Str+4 SInv} (You found it on level 14 of a ziggurat)
507029 | Zig:14   | Got a sparkling glass ring
507031 | Zig:14   | Identified the ring "Weijan" {+Fly rElec Dex+3} (You found it on level 14 of a ziggurat)
507078 | Zig:14   | Identified the +14 shadow dragon scales "Rakkof" {rElec rC+ Stlth++++} (You found it on level 14 of a ziggurat)
507094 | Zig:15   | Entered Level 15 of a ziggurat
507126 | Zig:15   | Noticed Genas the pandemonium lord
507144 | Zig:15   | Killed Genas the pandemonium lord
507275 | Zig:15   | Identified the Collected Works on Blistering Hexes
507288 | Zig:16   | Entered Level 16 of a ziggurat
507343 | Zig:16   | Identified Qephoir's Papyrus of the Escort
507346 | Zig:16   | Identified the +1 pair of gloves of Okawaru's Regard {+Fly rElec rF- Dex-3} (You found it on level 16 of a ziggurat)
507352 | Zig:16   | Got a sparkling iron amulet
507353 | Zig:16   | Identified the amulet of Docw {Spirit Int-4 Dex+6} (You found it on level 16 of a ziggurat)
507371 | Zig:16   | Got a vibrating ruby amulet
507372 | Zig:16   | Identified the amulet "Ybaocraj" {Faith rN+ Str+3} (You found it on level 16 of a ziggurat)
507434 | Zig:17   | Entered Level 17 of a ziggurat
507572 | Zig:17   | Got a warped platinum ring
507574 | Zig:17   | Identified the ring "Ofosuriaps" {*Corrode rC+ MP+9 Dex+3} (You found it on level 17 of a ziggurat)
507583 | Zig:17   | Got a sparkling bronze ring
507584 | Zig:17   | Identified the ring of the Burgomaster {*Contam +Fly rPois rN++ Stlth+} (You found it on level 17 of a ziggurat)
507638 | Zig:17   | Identified the +1 large shield of Riagof {rN+ Dex+2} (You found it on level 17 of a ziggurat)
507672 | Zig:18   | Entered Level 18 of a ziggurat
507710 | Zig:18   | Identified the +2 helmet of the Saviour {Int+6} (You found it on level 18 of a ziggurat)
507713 | Zig:18   | Got a vibrating silver ring
507715 | Zig:18   | Identified the ring of Renafo {rN+ Int+2 SInv} (You found it on level 18 of a ziggurat)
507720 | Zig:18   | Identified Diri's Incunabulum of Earthen Venom
507775 | Zig:18   | Identified War Lio's Reference Book on Transmutation and Stones
507902 | Zig:18   | Identified Witchery, Part Four
507917 | Zig:19   | Entered Level 19 of a ziggurat
507956 | Zig:19   | Got a flickering iron ring
507958 | Zig:19   | Identified the ring of the Rose {-Tele rPois rF+ Str+7} (You found it on level 19 of a ziggurat)
507962 | Zig:19   | Got a heavily runed jade ring
507963 | Zig:19   | Identified the ring of Gluttony {rN+ Int+3 Dex+4} (You found it on level 19 of a ziggurat)
507981 | Zig:19   | Got a flickering lapis lazuli ring
507982 | Zig:19   | Identified the ring of Wulin {Wiz -Tele rElec rPois rN++} (You found it on level 19 of a ziggurat)
507987 | Zig:19   | Got a brightly glowing jade ring
507988 | Zig:19   | Identified the ring of Gus Amiu {*Drain rC+ MP+9 Int+3 Stlth-} (You found it on level 19 of a ziggurat)
507993 | Zig:19   | Identified Neublige's Almanac of Companions and Necromancy
507995 | Zig:19   | Got a twitching bone ring
507997 | Zig:19   | Identified the ring of Gopacas {rCorr MR+ Str+4} (You found it on level 19 of a ziggurat)
508011 | Zig:19   | Got a flickering tin ring
508012 | Zig:19   | Identified the ring "Sogueg" {+Fly Str-4 Dex+4 Stlth+} (You found it on level 19 of a ziggurat)
508124 | Zig:20   | Entered Level 20 of a ziggurat
508124 | Zig:20   | Noticed a juggernaut
508124 | Zig:20   | Noticed a juggernaut
508124 | Zig:20   | Noticed a juggernaut
508124 | Zig:20   | Noticed a juggernaut
508124 | Zig:20   | Noticed a juggernaut
508124 | Zig:20   | Noticed a juggernaut
508124 | Zig:20   | Noticed a juggernaut
508124 | Zig:20   | Noticed a juggernaut
508128 | Zig:20   | Killed a juggernaut
508128 | Zig:20   | Killed a juggernaut
508128 | Zig:20   | Killed a juggernaut
508128 | Zig:20   | Killed a juggernaut
508128 | Zig:20   | Killed a juggernaut
508128 | Zig:20   | Killed a juggernaut
508128 | Zig:20   | Killed a juggernaut
508128 | Zig:20   | Killed a juggernaut
508129 | Zig:20   | Noticed a juggernaut
508130 | Zig:20   | Noticed a juggernaut
508130 | Zig:20   | Noticed a juggernaut
508130 | Zig:20   | Noticed a juggernaut
508130 | Zig:20   | Noticed a juggernaut
508131 | Zig:20   | Noticed a juggernaut
508133 | Zig:20   | Noticed a juggernaut
508134 | Zig:20   | Noticed a juggernaut
508135 | Zig:20   | Noticed a juggernaut
508135 | Zig:20   | Noticed a juggernaut
508136 | Zig:20   | Noticed a juggernaut
508136 | Zig:20   | Killed a juggernaut
508136 | Zig:20   | Killed a juggernaut
508136 | Zig:20   | Killed a juggernaut
508136 | Zig:20   | Killed a juggernaut
508136 | Zig:20   | Killed a juggernaut
508136 | Zig:20   | Killed a juggernaut
508136 | Zig:20   | Killed a juggernaut
508136 | Zig:20   | Killed a juggernaut
508137 | Zig:20   | Noticed a juggernaut
508137 | Zig:20   | Noticed a juggernaut
508137 | Zig:20   | Noticed a juggernaut
508137 | Zig:20   | Noticed a juggernaut
508137 | Zig:20   | Noticed a juggernaut
508137 | Zig:20   | Noticed a juggernaut
508138 | Zig:20   | Noticed a juggernaut
508138 | Zig:20   | Noticed a juggernaut
508138 | Zig:20   | Noticed a juggernaut
508139 | Zig:20   | Noticed a juggernaut
508139 | Zig:20   | Noticed a juggernaut
508139 | Zig:20   | Noticed a juggernaut
508139 | Zig:20   | Noticed a juggernaut
508140 | Zig:20   | Noticed a juggernaut
508140 | Zig:20   | Noticed a juggernaut
508142 | Zig:20   | Noticed a juggernaut
508143 | Zig:20   | Noticed a juggernaut
508145 | Zig:20   | Noticed a juggernaut
508145 | Zig:20   | Noticed a juggernaut
508146 | Zig:20   | Killed a juggernaut
508146 | Zig:20   | Killed a juggernaut
508146 | Zig:20   | Killed a juggernaut
508146 | Zig:20   | Killed a juggernaut
508146 | Zig:20   | Killed a juggernaut
508146 | Zig:20   | Killed a juggernaut
508146 | Zig:20   | Killed a juggernaut
508146 | Zig:20   | Killed a juggernaut
508146 | Zig:20   | Killed a juggernaut
508146 | Zig:20   | Killed a juggernaut
508146 | Zig:20   | Killed a juggernaut
508146 | Zig:20   | Killed a juggernaut
508146 | Zig:20   | Killed a juggernaut
508146 | Zig:20   | Killed a juggernaut
508146 | Zig:20   | Killed a juggernaut
508146 | Zig:20   | Killed a juggernaut
508146 | Zig:20   | Killed a juggernaut
508146 | Zig:20   | Killed a juggernaut
508146 | Zig:20   | Killed a juggernaut
508147 | Zig:20   | Noticed a juggernaut
508147 | Zig:20   | Noticed a juggernaut
508147 | Zig:20   | Noticed a juggernaut
508150 | Zig:20   | Noticed a juggernaut
508151 | Zig:20   | Noticed a juggernaut
508159 | Zig:20   | Noticed a juggernaut
508162 | Zig:20   | Killed a juggernaut
508163 | Zig:20   | Killed a juggernaut
508163 | Zig:20   | Killed a juggernaut
508163 | Zig:20   | Killed a juggernaut
508163 | Zig:20   | Killed a juggernaut
508163 | Zig:20   | Killed a juggernaut
508163 | Zig:20   | Killed a juggernaut
508163 | Zig:20   | Killed a juggernaut
508163 | Zig:20   | Killed a juggernaut
508164 | Zig:20   | Noticed a juggernaut
508166 | Zig:20   | Noticed a juggernaut
508171 | Zig:20   | Killed a juggernaut
508171 | Zig:20   | Killed a juggernaut
508185 | Zig:20   | Identified the +8 large shield of Dim Light {Int+5 Dex-5} (You found it on level 20 of a ziggurat)
508317 | Zig:20   | Got a wavering lapis lazuli ring
508319 | Zig:20   | Identified the ring "Umeugopue" {+Fly rPois rF- rC+} (You found it on level 20 of a ziggurat)
508388 | Zig:21   | Entered Level 21 of a ziggurat
508551 | Zig:21   | Got a heavily runed silver ring
508553 | Zig:21   | Identified the ring of the Lily {Fire rElec rPois Slay+3} (You found it on level 21 of a ziggurat)
508622 | Zig:21   | Got a scorched granite ring
508623 | Zig:21   | Identified the ring "Suneic" {*Contam rElec Str+4 Int+5} (You found it on level 21 of a ziggurat)
508883 | Zig:22   | Entered Level 22 of a ziggurat
508939 | Zig:22   | Got a scintillating emerald amulet
508940 | Zig:22   | Identified the amulet of Light {Gourm rPois rN+ Int+3} (You found it on level 22 of a ziggurat)
508952 | Zig:22   | Got a brightly glowing zirconium amulet
509046 | Zig:23   | Entered Level 23 of a ziggurat
509046 | Zig:23   | Noticed an ancient lich
509046 | Zig:23   | Noticed an ancient lich
509046 | Zig:23   | Noticed an ancient lich
509046 | Zig:23   | Noticed an ancient lich
509046 | Zig:23   | Noticed an ancient lich
509046 | Zig:23   | Noticed an ancient lich
509046 | Zig:23   | Noticed an ancient lich
509046 | Zig:23   | Noticed an ancient lich
509046 | Zig:23   | Noticed an ancient lich
509046 | Zig:23   | Noticed an ancient lich
509047 | Zig:23   | Killed an ancient lich
509047 | Zig:23   | Killed an ancient lich
509047 | Zig:23   | Killed an ancient lich
509049 | Zig:23   | Killed an ancient lich
509050 | Zig:23   | Killed an ancient lich
509050 | Zig:23   | Killed an ancient lich
509050 | Zig:23   | Killed an ancient lich
509050 | Zig:23   | Killed an ancient lich
509051 | Zig:23   | Killed an ancient lich
509052 | Zig:23   | Killed an ancient lich
509053 | Zig:23   | Noticed an ancient lich
509053 | Zig:23   | Noticed an ancient lich
509053 | Zig:23   | Noticed an ancient lich
509055 | Zig:23   | Noticed an ancient lich
509055 | Zig:23   | Noticed an ancient lich
509055 | Zig:23   | Noticed an ancient lich
509055 | Zig:23   | Noticed an ancient lich
509055 | Zig:23   | Noticed an ancient lich
509058 | Zig:23   | Noticed an ancient lich
509058 | Zig:23   | Noticed an ancient lich
509059 | Zig:23   | Noticed an ancient lich
509059 | Zig:23   | Noticed an ancient lich
509059 | Zig:23   | Noticed an ancient lich
509059 | Zig:23   | Noticed an ancient lich
509059 | Zig:23   | Killed an ancient lich
509059 | Zig:23   | Killed an ancient lich
509059 | Zig:23   | Killed an ancient lich
509060 | Zig:23   | Noticed an ancient lich
509060 | Zig:23   | Noticed an ancient lich
509060 | Zig:23   | Killed an ancient lich
509061 | Zig:23   | Noticed an ancient lich
509061 | Zig:23   | Noticed an ancient lich
509061 | Zig:23   | Killed an ancient lich
509061 | Zig:23   | Killed an ancient lich
509062 | Zig:23   | Noticed an ancient lich
509062 | Zig:23   | Noticed an ancient lich
509062 | Zig:23   | Noticed an ancient lich
509062 | Zig:23   | Noticed an ancient lich
509062 | Zig:23   | Noticed an ancient lich
509062 | Zig:23   | Noticed an ancient lich
509062 | Zig:23   | Killed an ancient lich
509062 | Zig:23   | Killed an ancient lich
509062 | Zig:23   | Killed an ancient lich
509062 | Zig:23   | Killed an ancient lich
509063 | Zig:23   | Noticed an ancient lich
509063 | Zig:23   | Noticed an ancient lich
509063 | Zig:23   | Noticed an ancient lich
509063 | Zig:23   | Killed an ancient lich
509063 | Zig:23   | Killed an ancient lich
509063 | Zig:23   | Killed an ancient lich
509064 | Zig:23   | Noticed an ancient lich
509064 | Zig:23   | Noticed an ancient lich
509064 | Zig:23   | Noticed an ancient lich
509065 | Zig:23   | Killed an ancient lich
509065 | Zig:23   | Killed an ancient lich
509065 | Zig:23   | Killed an ancient lich
509065 | Zig:23   | Killed an ancient lich
509065 | Zig:23   | Killed an ancient lich
509065 | Zig:23   | Killed an ancient lich
509065 | Zig:23   | Killed an ancient lich
509065 | Zig:23   | Killed an ancient lich
509065 | Zig:23   | Killed an ancient lich
509065 | Zig:23   | Killed an ancient lich
509065 | Zig:23   | Killed an ancient lich
509068 | Zig:23   | Killed an ancient lich
509068 | Zig:23   | Killed an ancient lich
509068 | Zig:23   | Killed an ancient lich
509069 | Zig:23   | Noticed an ancient lich
509069 | Zig:23   | Noticed an ancient lich
509069 | Zig:23   | Noticed an ancient lich
509069 | Zig:23   | Killed an ancient lich
509069 | Zig:23   | Killed an ancient lich
509069 | Zig:23   | Killed an ancient lich
509070 | Zig:23   | Noticed an ancient lich
509070 | Zig:23   | Noticed an ancient lich
509071 | Zig:23   | Noticed an ancient lich
509071 | Zig:23   | Noticed an ancient lich
509071 | Zig:23   | Noticed an ancient lich
509072 | Zig:23   | Noticed an ancient lich
509072 | Zig:23   | Noticed an ancient lich
509072 | Zig:23   | Noticed an ancient lich
509072 | Zig:23   | Killed an ancient lich
509072 | Zig:23   | Killed an ancient lich
509072 | Zig:23   | Killed an ancient lich
509072 | Zig:23   | Killed an ancient lich
509073 | Zig:23   | Noticed an ancient lich
509073 | Zig:23   | Noticed an ancient lich
509073 | Zig:23   | Noticed an ancient lich
509073 | Zig:23   | Noticed an ancient lich
509074 | Zig:23   | Noticed an ancient lich
509075 | Zig:23   | Noticed an ancient lich
509076 | Zig:23   | Killed an ancient lich
509076 | Zig:23   | Killed an ancient lich
509076 | Zig:23   | Killed an ancient lich
509076 | Zig:23   | Killed an ancient lich
509076 | Zig:23   | Killed an ancient lich
509076 | Zig:23   | Killed an ancient lich
509077 | Zig:23   | Killed an ancient lich
509077 | Zig:23   | Killed an ancient lich
509078 | Zig:23   | Killed an ancient lich
509078 | Zig:23   | Killed an ancient lich
509079 | Zig:23   | Killed an ancient lich
509080 | Zig:23   | Killed an ancient lich
509081 | Zig:23   | Noticed an ancient lich
509085 | Zig:23   | Killed an ancient lich
509085 | Zig:23   | Killed an ancient lich
509174 | Zig:23   | Got a warped pewter ring
509176 | Zig:23   | Identified the ring of Eternal Night {Dex+4 Stlth+} (You found it on level 23 of a ziggurat)
509184 | Zig:23   | Got a pitted jade amulet
509185 | Zig:23   | Identified the amulet "Heom" {Inacc rN+} (You found it on level 23 of a ziggurat)
509187 | Zig:23   | Identified the amulet "Samurali" {Reflect Str+5 Int+2 Dex+2 SH+5} (You found it on level 22 of a ziggurat)
509269 | Zig:24   | Entered Level 24 of a ziggurat
509376 | Zig:24   | Got a steaming granite ring
509378 | Zig:24   | Identified the ring of Nogitip {rPois Str+4} (You found it on level 24 of a ziggurat)
509553 | Zig:24   | Got a translucent platinum ring
509561 | Zig:24   | Identified the ring "Ofergh Rida" {+Inv rPois} (You found it on level 24 of a ziggurat)
509600 | Zig:24   | Got a twitching brass ring
509601 | Zig:24   | Identified the ring of the Equinox {*Tele rF++ rC- Str+3} (You found it on level 24 of a ziggurat)
509640 | Zig:24   | Identified the cursed -7 cloak of Ulowelum {rN+ Dex+6 Stlth-} (You found it on level 24 of a ziggurat)
509657 | Zig:24   | Identified Burabu's Tome of Freezing Transmutation
509676 | Zig:25   | Entered Level 25 of a ziggurat
509792 | Zig:25   | Identified Wizardry in Simple Steps
509807 | Zig:25   | Got a scorched bone ring
509809 | Zig:25   | Identified the ring "Idghozysch" {+Inv rElec rPois Str+2 Dex-5} (You found it on level 25 of a ziggurat)
509834 | Zig:25   | Got a transparent wooden ring
509835 | Zig:25   | Identified the ring "Hugot" {rPois rC+ rN+ MR+ SInv} (You found it on level 25 of a ziggurat)
509842 | Zig:25   | Got a coiled bone ring
509843 | Zig:25   | Identified the ring of Peace {*Contam rN+ Dex+4 Slay+5} (You found it on level 25 of a ziggurat)
509847 | Zig:25   | Got a pitted silver ring
509848 | Zig:25   | Identified the ring of Fyfrot {+Fly rC+ rN++ Str+4 Dex-5} (You found it on level 25 of a ziggurat)
509855 | Zig:25   | Got a scorched amber ring
509856 | Zig:25   | Identified the ring of Feorr {rF++ rN+ Str+4 Slay+2} (You found it on level 25 of a ziggurat)
509875 | Zig:25   | Got a wavering ivory ring
509876 | Zig:25   | Identified the ring "Genweiwe" {rF+ Int+5 Stlth+} (You found it on level 25 of a ziggurat)
509968 | Zig:25   | Identified the +1 large shield of the Maze {rPois rF+ Int+4} (You took it off a daeva on level 25 of a ziggurat)
509970 | Zig:25   | Identified the +3 large shield of Xom Peemm {*Slow Str+6 Int+4} (You took it off a daeva on level 25 of a ziggurat)
509971 | Zig:25   | Identified the +8 large shield of Yredelemnul's Delight {-Cast rElec rPois Int+7} (You took it off a daeva on level 25 of a ziggurat)
509974 | Zig:25   | Identified the +5 large shield of the Clam {Str+5} (You took it off a daeva on level 25 of a ziggurat)
509976 | Zig:25   | Identified the +4 large shield "Toashreteu" {rF++ rN+} (You took it off a daeva on level 25 of a ziggurat)
509979 | Zig:25   | Identified the +3 large shield "Omnim" {rF+} (You took it off a daeva on level 25 of a ziggurat)
509983 | Zig:25   | Identified the +5 large shield "Cutelyenlut" {Regen+ Str-4 Stlth+} (You took it off a daeva on level 25 of a ziggurat)
509989 | Zig:25   | Identified the +4 large shield of Winter {rN+ Regen+ Int-4 Dex+3} (You took it off a daeva on level 25 of a ziggurat)
509992 | Zig:25   | Identified the -5 large shield of Henotheism {*Slow rPois Int+2 Dex+2} (You took it off a daeva on level 25 of a ziggurat)
509995 | Zig:25   | Identified the +4 large shield "Femnoth" {*Corrode rPois Str+6 Stlth+} (You took it off a daeva on level 25 of a ziggurat)
510004 | Zig:25   | Identified the cursed +0 large shield of Tesuviar {Str+2 Int+6} (You took it off a daeva on level 25 of a ziggurat)
510150 | Zig:25   | Identified the Volume of Conjuration and Augmentations
510160 | Zig:26   | Entered Level 26 of a ziggurat
510261 | Zig:26   | Identified the Almanac of Freezing Protection
510265 | Zig:26   | Identified the +1 pair of gloves of Sloth {rN+} (You found it on level 26 of a ziggurat)
510272 | Zig:26   | Identified the +1 helmet of the Evil One {Dex+5} (You found it on level 26 of a ziggurat)
510291 | Zig:26   | Got an ancient tin ring
510293 | Zig:26   | Identified the ring "Ixkettok" {Ice rN+ Str+4 Int-2 Dex+2} (You found it on level 26 of a ziggurat)
510301 | Zig:26   | Got a shimmering tin amulet
510302 | Zig:26   | Identified the amulet of the Solstice {Reflect rF- Int+3 SH+3 Stlth+} (You found it on level 26 of a ziggurat)
510305 | Zig:26   | Got an ancient tin amulet
510306 | Zig:26   | Identified the amulet "Nymaluaf" {Reflect Str+7 SH+2} (You found it on level 26 of a ziggurat)
510311 | Zig:26   | Identified the Guide on Gliding Poison
510325 | Zig:26   | Got a heavily runed lapis lazuli ring
510327 | Zig:26   | Identified the ring "Munif" {rElec rC+ AC+3 Dex-2} (You found it on level 26 of a ziggurat)
510339 | Zig:26   | Identified the Compendium of the Nocuous Oath
510354 | Zig:26   | Got a slimy jade ring
510355 | Zig:26   | Identified the ring of Beogh's Reproof {rF+ Int+6} (You found it on level 26 of a ziggurat)
510407 | Zig:27   | Entered Level 27 of a ziggurat
510407 | Zig:27   | Noticed an ancient lich
510407 | Zig:27   | Noticed an ancient lich
510407 | Zig:27   | Noticed an ancient lich
510407 | Zig:27   | Noticed an ancient lich
510407 | Zig:27   | Noticed an ancient lich
510407 | Zig:27   | Noticed an ancient lich
510408 | Zig:27   | Killed an ancient lich
510408 | Zig:27   | Killed an ancient lich
510409 | Zig:27   | Noticed an ancient lich
510409 | Zig:27   | Noticed an ancient lich
510409 | Zig:27   | Noticed an ancient lich
510411 | Zig:27   | Killed an ancient lich
510412 | Zig:27   | Noticed an ancient lich
510412 | Zig:27   | Noticed an ancient lich
510412 | Zig:27   | Killed an ancient lich
510413 | Zig:27   | Noticed an ancient lich
510414 | Zig:27   | Noticed an ancient lich
510414 | Zig:27   | Noticed an ancient lich
510414 | Zig:27   | Noticed an ancient lich
510414 | Zig:27   | Killed an ancient lich
510415 | Zig:27   | Noticed an ancient lich
510415 | Zig:27   | Noticed an ancient lich
510415 | Zig:27   | Noticed an ancient lich
510416 | Zig:27   | Noticed an ancient lich
510416 | Zig:27   | Killed an ancient lich
510417 | Zig:27   | Noticed an ancient lich
510417 | Zig:27   | Killed an ancient lich
510417 | Zig:27   | Killed an ancient lich
510417 | Zig:27   | Killed an ancient lich
510417 | Zig:27   | Killed an ancient lich
510417 | Zig:27   | Killed an ancient lich
510417 | Zig:27   | Killed an ancient lich
510417 | Zig:27   | Killed an ancient lich
510417 | Zig:27   | Killed an ancient lich
510417 | Zig:27   | Killed an ancient lich
510417 | Zig:27   | Killed an ancient lich
510417 | Zig:27   | Killed an ancient lich
510418 | Zig:27   | Noticed an ancient lich
510418 | Zig:27   | Noticed an ancient lich
510418 | Zig:27   | Noticed an ancient lich
510419 | Zig:27   | Killed an ancient lich
510420 | Zig:27   | Noticed an ancient lich
510420 | Zig:27   | Killed an ancient lich
510420 | Zig:27   | Killed an ancient lich
510422 | Zig:27   | Noticed an ancient lich
510422 | Zig:27   | Noticed an ancient lich
510422 | Zig:27   | Noticed an ancient lich
510422 | Zig:27   | Killed an ancient lich
510423 | Zig:27   | Noticed an ancient lich
510423 | Zig:27   | Noticed an ancient lich
510423 | Zig:27   | Killed an ancient lich
510423 | Zig:27   | Killed an ancient lich
510423 | Zig:27   | Killed an ancient lich
510423 | Zig:27   | Killed an ancient lich
510424 | Zig:27   | Noticed an ancient lich
510424 | Zig:27   | Noticed an ancient lich
510424 | Zig:27   | Killed an ancient lich
510424 | Zig:27   | Killed an ancient lich
510425 | Zig:27   | Noticed an ancient lich
510425 | Zig:27   | Noticed an ancient lich
510425 | Zig:27   | Noticed an ancient lich
510425 | Zig:27   | Noticed an ancient lich
510426 | Zig:27   | Noticed an ancient lich
510426 | Zig:27   | Noticed an ancient lich
510426 | Zig:27   | Noticed an ancient lich
510426 | Zig:27   | Noticed an ancient lich
510427 | Zig:27   | Noticed an ancient lich
510427 | Zig:27   | Noticed an ancient lich
510427 | Zig:27   | Noticed an ancient lich
510427 | Zig:27   | Noticed an ancient lich
510427 | Zig:27   | Noticed an ancient lich
510427 | Zig:27   | Killed an ancient lich
510427 | Zig:27   | Killed an ancient lich
510427 | Zig:27   | Killed an ancient lich
510427 | Zig:27   | Killed an ancient lich
510427 | Zig:27   | Killed an ancient lich
510427 | Zig:27   | Killed an ancient lich
510427 | Zig:27   | Killed an ancient lich
510427 | Zig:27   | Killed an ancient lich
510427 | Zig:27   | Noticed an ancient lich
510427 | Zig:27   | Noticed an ancient lich
510427 | Zig:27   | Noticed an ancient lich
510428 | Zig:27   | Noticed an ancient lich
510428 | Zig:27   | Noticed an ancient lich
510428 | Zig:27   | Noticed an ancient lich
510428 | Zig:27   | Noticed an ancient lich
510428 | Zig:27   | Killed an ancient lich
510429 | Zig:27   | Killed an ancient lich
510429 | Zig:27   | Killed an ancient lich
510429 | Zig:27   | Killed an ancient lich
510430 | Zig:27   | Killed an ancient lich
510430 | Zig:27   | Killed an ancient lich
510431 | Zig:27   | Noticed an ancient lich
510431 | Zig:27   | Noticed an ancient lich
510431 | Zig:27   | Noticed an ancient lich
510431 | Zig:27   | Noticed an ancient lich
510431 | Zig:27   | Noticed an ancient lich
510431 | Zig:27   | Killed an ancient lich
510431 | Zig:27   | Killed an ancient lich
510431 | Zig:27   | Killed an ancient lich
510432 | Zig:27   | Killed an ancient lich
510433 | Zig:27   | Noticed an ancient lich
510433 | Zig:27   | Noticed an ancient lich
510433 | Zig:27   | Killed an ancient lich
510433 | Zig:27   | Killed an ancient lich
510433 | Zig:27   | Killed an ancient lich
510433 | Zig:27   | Killed an ancient lich
510434 | Zig:27   | Noticed an ancient lich
510434 | Zig:27   | Noticed an ancient lich
510434 | Zig:27   | Killed an ancient lich
510435 | Zig:27   | Noticed an ancient lich
510435 | Zig:27   | Noticed an ancient lich
510435 | Zig:27   | Noticed an ancient lich
510435 | Zig:27   | Noticed an ancient lich
510435 | Zig:27   | Noticed an ancient lich
510436 | Zig:27   | Noticed an ancient lich
510436 | Zig:27   | Noticed an ancient lich
510436 | Zig:27   | Killed an ancient lich
510436 | Zig:27   | Killed an ancient lich
510436 | Zig:27   | Killed an ancient lich
510436 | Zig:27   | Killed an ancient lich
510436 | Zig:27   | Killed an ancient lich
510436 | Zig:27   | Killed an ancient lich
510436 | Zig:27   | Killed an ancient lich
510436 | Zig:27   | Killed an ancient lich
510436 | Zig:27   | Killed an ancient lich
510436 | Zig:27   | Killed an ancient lich
510436 | Zig:27   | Killed an ancient lich
510437 | Zig:27   | Noticed an ancient lich
510437 | Zig:27   | Killed an ancient lich
510437 | Zig:27   | Killed an ancient lich
510437 | Zig:27   | Killed an ancient lich
510437 | Zig:27   | Killed an ancient lich
510437 | Zig:27   | Killed an ancient lich
510437 | Zig:27   | Killed an ancient lich
510437 | Zig:27   | Killed an ancient lich
510437 | Zig:27   | Killed an ancient lich
510438 | Zig:27   | Noticed an ancient lich
510442 | Zig:27   | Noticed an ancient lich
510442 | Zig:27   | Noticed an ancient lich
510444 | Zig:27   | Noticed an ancient lich
510446 | Zig:27   | Killed an ancient lich
510446 | Zig:27   | Killed an ancient lich
510446 | Zig:27   | Killed an ancient lich
510447 | Zig:27   | Killed an ancient lich
510451 | Zig:27   | Noticed an ancient lich
510455 | Zig:27   | Killed an ancient lich
510468 | Zig:27   | Identified the +1 pair of boots "Qihoas" {Int+7} (You found it on level 27 of a ziggurat)
510474 | Zig:27   | Identified the +2 pair of boots of Somewhere Else {rPois Str+4 Dex+4} (You found it on level 27 of a ziggurat)
510489 | Zig:27   | Got a twitching marble ring
510491 | Zig:27   | Identified the ring of the Imp {+Fly rElec rF+} (You found it on level 27 of a ziggurat)
510525 | Zig:27   | Got a bound silver amulet
510526 | Zig:27   | Identified the amulet "Songoom" {Gourm rF+ Int+4 Dex-3} (You found it on level 27 of a ziggurat)
510602 | Zig:27   | Got a vibrating lapis lazuli ring
510603 | Zig:27   | Identified the ring "Besuvappe" {Int+2 Dex+2} (You found it on level 27 of a ziggurat)
510619 | Zig:27   | Got a crude marble ring
510620 | Zig:27   | Identified the cursed ring "Igiexte" {rPois rC++ Str-2 Int-5 Slay+3} (You found it on level 27 of a ziggurat)
510718 | Depths:2 | Identified the +5 cloak "Doloppur" {MR- Int+7 Dex+3} (You acquired it on level 2 of the Depths)
510719 | Depths:2 | Identified the -4 hat of Resonance {*Corrode *Slow rF+++ Stlth+} (You acquired it on level 2 of the Depths)
510720 | Depths:2 | Identified the +1 fire dragon scales of the Harvest {rElec rF++ rC- Str+4} (You acquired it on level 2 of the Depths)
510721 | Depths:2 | Identified the +5 pair of boots of the Blind Marksman {rN+} (You acquired it on level 2 of the Depths)
510722 | Depths:2 | Identified the +2 pair of boots of New Discoveries {rC+} (You acquired it on level 2 of the Depths)
510723 | Depths:2 | Identified the +0 pair of gloves "Hosmam" {rCorr} (You acquired it on level 2 of the Depths)
510724 | Depths:2 | Got a dazzling shield
510772 | Zig:1    | Entered Level 1 of a ziggurat
510772 | Zig:1    | Noticed an ancient lich
510772 | Zig:1    | Noticed an ancient lich
510772 | Zig:1    | Noticed an ancient lich
510772 | Zig:1    | Noticed an ancient lich
510772 | Zig:1    | Noticed an ancient lich
510773 | Zig:1    | Killed an ancient lich
510774 | Zig:1    | Noticed an ancient lich
510774 | Zig:1    | Killed an ancient lich
510775 | Zig:1    | Killed an ancient lich
510776 | Zig:1    | Killed an ancient lich
510776 | Zig:1    | Killed an ancient lich
510779 | Zig:1    | Killed an ancient lich
510830 | Zig:2    | Entered Level 2 of a ziggurat
510883 | Zig:3    | Entered Level 3 of a ziggurat
510920 | Zig:3    | Got a shimmering sapphire amulet
510921 | Zig:3    | Identified the amulet "Jezar" {Reflect Slay+2 SH+4} (You found it on level 3 of a ziggurat)
510935 | Zig:3    | Got a translucent crystal amulet
510936 | Zig:3    | Identified the amulet of the Cuttlefish {+Rage +Fly rF+ Slay+2} (You found it on level 3 of a ziggurat)
510949 | Zig:3    | Got a transparent platinum ring
510951 | Zig:3    | Identified the ring of Reodofe {rF- Str+5 SInv Stlth-} (You found it on level 3 of a ziggurat)
510995 | Zig:4    | Entered Level 4 of a ziggurat
510995 | Zig:4    | Noticed a greater mummy
510995 | Zig:4    | Noticed a greater mummy
510995 | Zig:4    | Noticed a greater mummy
510995 | Zig:4    | Noticed a greater mummy
510995 | Zig:4    | Noticed a greater mummy
510995 | Zig:4    | Noticed a greater mummy
510998 | Zig:4    | Killed a greater mummy
510998 | Zig:4    | Killed a greater mummy
510998 | Zig:4    | Killed a greater mummy
510999 | Zig:4    | Noticed a greater mummy
510999 | Zig:4    | Noticed a greater mummy
510999 | Zig:4    | Noticed a greater mummy
511000 | Zig:4    | Killed a greater mummy
511000 | Zig:4    | Killed a greater mummy
511001 | Zig:4    | Noticed a greater mummy
511002 | Zig:4    | Killed a greater mummy
511002 | Zig:4    | Killed a greater mummy
511002 | Zig:4    | Killed a greater mummy
511002 | Zig:4    | Killed a greater mummy
511006 | Zig:4    | Killed a greater mummy
511008 | Zig:4    | Identified the +3 cloak of the First Snow {rN+ MR+ Str+2} (You found it on level 4 of a ziggurat)
511023 | Zig:4    | Identified the Tome of Icy Toxins
511066 | Zig:5    | Entered Level 5 of a ziggurat
511128 | Zig:5    | Identified the cursed +1 crystal plate armour of Qenutromp {rPois} (You found it on level 5 of a ziggurat)
511136 | Zig:6    | Entered Level 6 of a ziggurat
511136 | Zig:6    | Noticed Agha the pandemonium lord
511136 | Zig:6    | Noticed Galezabb the pandemonium lord
511136 | Zig:6    | Noticed Ames Wui the pandemonium lord
511136 | Zig:6    | Noticed Vydef the pandemonium lord
511136 | Zig:6    | Noticed Mauhenin the pandemonium lord
511136 | Zig:6    | Noticed Roah the pandemonium lord
511136 | Zig:6    | Noticed Wiyhum the pandemonium lord
511136 | Zig:6    | Noticed Yvuugu the pandemonium lord
511136 | Zig:6    | Noticed Qary the pandemonium lord
511136 | Zig:6    | Noticed Ycepou Zudio the pandemonium lord
511136 | Zig:6    | Noticed Xoirphefo the pandemonium lord
511136 | Zig:6    | Noticed Qosieb the pandemonium lord
511136 | Zig:6    | Noticed Voturu the pandemonium lord
511136 | Zig:6    | Noticed Linuymn the pandemonium lord
511136 | Zig:6    | Noticed Gocyhena the pandemonium lord
511136 | Zig:6    | Noticed Ylirphih the pandemonium lord
511136 | Zig:6    | Noticed Qecreagu the pandemonium lord
511136 | Zig:6    | Noticed Nisachet the pandemonium lord
511139 | Zig:6    | Killed Edghoin the pandemonium lord
511140 | Zig:6    | Noticed Icisaqoj the pandemonium lord
511140 | Zig:6    | Noticed Latem the pandemonium lord
511140 | Zig:6    | Noticed Qyoth the pandemonium lord
511140 | Zig:6    | Noticed Ufeceul the pandemonium lord
511140 | Zig:6    | Noticed Uleillaps the pandemonium lord
511141 | Zig:6    | Noticed Zerhap the pandemonium lord
511141 | Zig:6    | Noticed Uciom the pandemonium lord
511141 | Zig:6    | Noticed Boecle the pandemonium lord
511141 | Zig:6    | Noticed Tajeagogh the pandemonium lord
511141 | Zig:6    | Killed Gocyhena the pandemonium lord
511141 | Zig:6    | Killed Qary the pandemonium lord
511141 | Zig:6    | Killed Ames Wui the pandemonium lord
511141 | Zig:6    | Killed Galezabb the pandemonium lord
511141 | Zig:6    | Killed Wiyhum the pandemonium lord
511141 | Zig:6    | Killed Ycepou Zudio the pandemonium lord
511141 | Zig:6    | Killed Latem the pandemonium lord
511142 | Zig:6    | Killed Agha the pandemonium lord
511142 | Zig:6    | Killed Yvuugu the pandemonium lord
511142 | Zig:6    | Killed Ylirphih the pandemonium lord
511142 | Zig:6    | Killed Qyoth the pandemonium lord
511142 | Zig:6    | Killed Uciom the pandemonium lord
511142 | Zig:6    | Killed Qosieb the pandemonium lord
511142 | Zig:6    | Killed Vydef the pandemonium lord
511142 | Zig:6    | Killed Linuymn the pandemonium lord
511142 | Zig:6    | Killed Xoirphefo the pandemonium lord
511143 | Zig:6    | Noticed Gujeber the pandemonium lord
511143 | Zig:6    | Noticed Zamm the pandemonium lord
511143 | Zig:6    | Killed Qecreagu the pandemonium lord
511144 | Zig:6    | Noticed Jotax the pandemonium lord
511144 | Zig:6    | Noticed Nist the pandemonium lord
511144 | Zig:6    | Noticed Awnafoh the pandemonium lord
511145 | Zig:6    | Noticed Laanoxy the pandemonium lord
511146 | Zig:6    | Killed Nisachet the pandemonium lord
511148 | Zig:6    | Killed Laanoxy the pandemonium lord
511148 | Zig:6    | Killed Gujeber the pandemonium lord
511148 | Zig:6    | Killed Tajeagogh the pandemonium lord
511148 | Zig:6    | Killed Zerhap the pandemonium lord
511148 | Zig:6    | Killed Uleillaps the pandemonium lord
511149 | Zig:6    | Noticed Bearalecw the pandemonium lord
511149 | Zig:6    | Killed Ufeceul the pandemonium lord
511149 | Zig:6    | Killed Icisaqoj the pandemonium lord
511149 | Zig:6    | Killed Boecle the pandemonium lord
511151 | Zig:6    | Noticed Piorch the pandemonium lord
511151 | Zig:6    | Killed Zamm the pandemonium lord
511151 | Zig:6    | Killed Voturu the pandemonium lord
511152 | Zig:6    | Noticed Xorinnas the pandemonium lord
511153 | Zig:6    | Killed Roah the pandemonium lord
511153 | Zig:6    | Killed Mauhenin the pandemonium lord
511153 | Zig:6    | Killed Ysoary Cuge the pandemonium lord
511153 | Zig:6    | Killed Jotax the pandemonium lord
511154 | Zig:6    | Noticed Xiho the pandemonium lord
511154 | Zig:6    | Noticed Beequq the pandemonium lord
511155 | Zig:6    | Noticed Lezomiq the pandemonium lord
511155 | Zig:6    | Killed Piorch the pandemonium lord
511156 | Zig:6    | Noticed Riciptak the pandemonium lord
511156 | Zig:6    | Noticed Vutirph the pandemonium lord
511156 | Zig:6    | Killed Bearalecw the pandemonium lord
511157 | Zig:6    | Noticed Ucuix the pandemonium lord
511157 | Zig:6    | Killed Xorinnas the pandemonium lord
511157 | Zig:6    | Killed Nist the pandemonium lord
511158 | Zig:6    | Noticed Negurey the pandemonium lord
511159 | Zig:6    | Noticed Astitiw the pandemonium lord
511159 | Zig:6    | Killed Negurey the pandemonium lord
511159 | Zig:6    | Killed Lezomiq the pandemonium lord
511159 | Zig:6    | Killed Riciptak the pandemonium lord
511159 | Zig:6    | Killed Awnafoh the pandemonium lord
511159 | Zig:6    | Killed Beequq the pandemonium lord
511160 | Zig:6    | Killed Ucuix the pandemonium lord
511161 | Zig:6    | Noticed Vayblich the pandemonium lord
511161 | Zig:6    | Noticed Naixzaabeq the pandemonium lord
511162 | Zig:6    | Killed Astitiw the pandemonium lord
511164 | Zig:6    | Noticed Justy the pandemonium lord
511164 | Zig:6    | Killed Vutirph the pandemonium lord
511164 | Zig:6    | Killed Vayblich the pandemonium lord
511164 | Zig:6    | Killed Naixzaabeq the pandemonium lord
511164 | Zig:6    | Killed Xiho the pandemonium lord
511166 | Zig:6    | Noticed Uchuhicu the pandemonium lord
511166 | Zig:6    | Noticed Osugralo the pandemonium lord
511167 | Zig:6    | Killed Justy the pandemonium lord
511167 | Zig:6    | Killed Osugralo the pandemonium lord
511168 | Zig:6    | Noticed Umpokej the pandemonium lord
511168 | Zig:6    | Killed Umpokej the pandemonium lord
511168 | Zig:6    | Killed Wumeinysu the pandemonium lord
511168 | Zig:6    | Killed Irhovuow the pandemonium lord
511170 | Zig:6    | Killed Uchuhicu the pandemonium lord
511172 | Zig:6    | Noticed Jimeusuf the pandemonium lord
511172 | Zig:6    | Killed Jimeusuf the pandemonium lord
511172 | Zig:6    | Killed Rietafri the pandemonium lord
511187 | Zig:6    | Identified the +6 fire dragon scales of Yconu {rElec rF++ rC- MR+ Str+3 Int-3} (You found it on level 6 of a ziggurat)
511189 | Zig:6    | Got a slimy amber ring
511191 | Zig:6    | Identified the ring "Geiq" {*Corrode rElec rF+ Int+6 Stlth-} (You found it on level 6 of a ziggurat)
511225 | Zig:6    | Identified Ytoqatyimp's Reference Book on Bewitching Snow
511235 | Zig:7    | Entered Level 7 of a ziggurat
511288 | Zig:7    | Identified the +9 eveningstar of Magnificence {speed, rC+ rN+ Str-2 Dex+2} (You found it on level 7 of a ziggurat)
511293 | Zig:7    | Got a sparkling turquoise ring
511295 | Zig:7    | Identified the ring of the Bruised Ships {MR+ EV+2 Slay+2} (You found it on level 7 of a ziggurat)
511344 | Zig:7    | Identified the Papyrus of Warped Arcane Weapons
511353 | Zig:8    | Entered Level 8 of a ziggurat
511400 | Zig:8    | Got a coiled marble ring
511402 | Zig:8    | Identified the ring "Zilaweg" {rElec MR+ Int+4} (You found it on level 8 of a ziggurat)
511406 | Zig:8    | Got a crude lead amulet
511407 | Zig:8    | Identified the amulet "Inliekh" {Harm *Drain Slay+2} (You found it on level 8 of a ziggurat)
511431 | Zig:9    | Entered Level 9 of a ziggurat
511493 | Zig:9    | Got a scintillating zirconium amulet
511494 | Zig:9    | Identified the amulet "Uheshro" {Reflect +Inv SH+5} (You found it on level 9 of a ziggurat)
511557 | Zig:10   | Entered Level 10 of a ziggurat
511620 | Zig:10   | Got a twitching glass ring
511622 | Zig:10   | Identified the cursed ring "Muocymucs" {Str+4 Int-3} (You found it on level 10 of a ziggurat)
511710 | Zig:10   | Got a brightly glowing brass ring
511714 | Zig:10   | Identified the ring "Nifeab" {+Inv rF+ Dex+3} (You found it on level 10 of a ziggurat)
511743 | Zig:11   | Entered Level 11 of a ziggurat
511794 | Zig:11   | Got a faintly glowing lead amulet
511795 | Zig:11   | Identified the amulet "Anloycaent" {Inacc +Inv rElec rC+ Dex+3} (You found it on level 11 of a ziggurat)
511798 | Zig:11   | Got a coiled golden ring
511800 | Zig:11   | Identified the ring "Tisuit" {+Fly rC+ Dex+2} (You found it on level 11 of a ziggurat)
511863 | Zig:11   | Identified the Tome of Weightlessness and Dislocation
511897 | Zig:12   | Entered Level 12 of a ziggurat
511897 | Zig:12   | Noticed an ancient lich
511897 | Zig:12   | Noticed an ancient lich
511897 | Zig:12   | Noticed an ancient lich
511897 | Zig:12   | Noticed an ancient lich
511897 | Zig:12   | Noticed an ancient lich
511897 | Zig:12   | Noticed an ancient lich
511898 | Zig:12   | Killed an ancient lich
511898 | Zig:12   | Killed an ancient lich
511898 | Zig:12   | Killed an ancient lich
511899 | Zig:12   | Noticed an ancient lich
511899 | Zig:12   | Noticed an ancient lich
511899 | Zig:12   | Noticed an ancient lich
511899 | Zig:12   | Noticed an ancient lich
511900 | Zig:12   | Killed an ancient lich
511900 | Zig:12   | Killed an ancient lich
511900 | Zig:12   | Killed an ancient lich
511900 | Zig:12   | Killed an ancient lich
511900 | Zig:12   | Killed an ancient lich
511902 | Zig:12   | Noticed an ancient lich
511902 | Zig:12   | Noticed an ancient lich
511902 | Zig:12   | Killed an ancient lich
511902 | Zig:12   | Killed an ancient lich
511903 | Zig:12   | Noticed an ancient lich
511903 | Zig:12   | Noticed an ancient lich
511904 | Zig:12   | Noticed an ancient lich
511904 | Zig:12   | Noticed an ancient lich
511904 | Zig:12   | Noticed an ancient lich
511905 | Zig:12   | Noticed an ancient lich
511905 | Zig:12   | Noticed an ancient lich
511905 | Zig:12   | Noticed an ancient lich
511906 | Zig:12   | Noticed an ancient lich
511906 | Zig:12   | Noticed an ancient lich
511906 | Zig:12   | Noticed an ancient lich
511906 | Zig:12   | Noticed an ancient lich
511906 | Zig:12   | Noticed an ancient lich
511906 | Zig:12   | Killed an ancient lich
511906 | Zig:12   | Killed an ancient lich
511906 | Zig:12   | Killed an ancient lich
511907 | Zig:12   | Noticed an ancient lich
511907 | Zig:12   | Noticed an ancient lich
511907 | Zig:12   | Noticed an ancient lich
511907 | Zig:12   | Noticed an ancient lich
511908 | Zig:12   | Noticed an ancient lich
511908 | Zig:12   | Noticed an ancient lich
511908 | Zig:12   | Noticed an ancient lich
511908 | Zig:12   | Noticed an ancient lich
511909 | Zig:12   | Noticed an ancient lich
511909 | Zig:12   | Noticed an ancient lich
511910 | Zig:12   | Noticed an ancient lich
511910 | Zig:12   | Killed an ancient lich
511910 | Zig:12   | Killed an ancient lich
511910 | Zig:12   | Killed an ancient lich
511910 | Zig:12   | Killed an ancient lich
511910 | Zig:12   | Killed an ancient lich
511910 | Zig:12   | Killed an ancient lich
511910 | Zig:12   | Killed an ancient lich
511910 | Zig:12   | Killed an ancient lich
511910 | Zig:12   | Killed an ancient lich
511910 | Zig:12   | Killed an ancient lich
511910 | Zig:12   | Killed an ancient lich
511910 | Zig:12   | Killed an ancient lich
511910 | Zig:12   | Killed an ancient lich
511910 | Zig:12   | Killed an ancient lich
511911 | Zig:12   | Noticed an ancient lich
511912 | Zig:12   | Killed an ancient lich
511912 | Zig:12   | Killed an ancient lich
511912 | Zig:12   | Killed an ancient lich
511913 | Zig:12   | Killed an ancient lich
511913 | Zig:12   | Killed an ancient lich
511913 | Zig:12   | Killed an ancient lich
511913 | Zig:12   | Killed an ancient lich
511914 | Zig:12   | Killed an ancient lich
511915 | Zig:12   | Killed an ancient lich
511916 | Zig:12   | Killed an ancient lich
511927 | Zig:12   | Got a vibrating turquoise ring
511984 | Zig:12   | Got a heavily runed golden ring
511986 | Zig:12   | Identified the ring of the Omega Point {EV+5 Str+6} (You found it on level 12 of a ziggurat)
511996 | Zig:12   | Got a twitching steel amulet
511997 | Zig:12   | Identified the amulet of the Assorted Stars {Gourm Str+7} (You found it on level 12 of a ziggurat)
511998 | Zig:12   | Identified the ring of Ypafrovy {rC+ rN+ Str+4 Slay+2} (You found it on level 12 of a ziggurat)
512039 | Zig:13   | Entered Level 13 of a ziggurat
512113 | Zig:13   | Got a warped amethyst amulet
512114 | Zig:13   | Identified the amulet of Cowardice {Reflect Str-4 Int+3 SH+3 SInv} (You found it on level 13 of a ziggurat)
512133 | Zig:13   | Identified the Tome of Cold
512147 | Zig:13   | Identified the Volume of Supportive Stones
512149 | Zig:13   | Identified the cursed -1 cloak of True Grit {rF- Int+6 Stlth+} (You found it on level 13 of a ziggurat)
512158 | Zig:14   | Entered Level 14 of a ziggurat
512191 | Zig:14   | Identified the +2 pair of gloves of Tonnum {rCorr Int+4 SInv} (You found it on level 14 of a ziggurat)
512194 | Zig:14   | Got a smoking silver ring
512196 | Zig:14   | Identified the ring "Zova" {Ice rElec Int+3 Dex+3 Stlth-} (You found it on level 14 of a ziggurat)
512285 | Zig:14   | Identified the +0 cloak of Heresy {Regen+} (You found it on level 14 of a ziggurat)
512338 | Zig:14   | Identified the +12 shadow dragon scales of Beauty {rN++ Stlth++++} (You found it on level 14 of a ziggurat)
512404 | Zig:15   | Entered Level 15 of a ziggurat
512522 | Zig:15   | Got a translucent platinum amulet
512523 | Zig:15   | Identified the amulet "Soicepsi" {Harm *Drain Slay+2} (You found it on level 15 of a ziggurat)
512576 | Zig:15   | Identified the +1 demon whip of Pyromania {elec, rPois MR- Str+8 Int+4} (You found it on level 15 of a ziggurat)
512586 | Zig:15   | Identified the +5 fire dragon scales "Ehoru" {rF++ rC- Regen+ Int+7 Dex+2 Stlth+} (You found it on level 15 of a ziggurat)
512609 | Zig:15   | Identified the Compendium of the Boosting Volcanoes
512617 | Zig:16   | Entered Level 16 of a ziggurat
512769 | Zig:16   | Identified the Guide on Destructive Clay
512773 | Zig:16   | Got a steaming amber ring
512775 | Zig:16   | Identified the ring of Zuthruyrgh {rF+ Int+3 Slay+3} (You found it on level 16 of a ziggurat)
512799 | Zig:16   | Got a brightly glowing wooden ring
512800 | Zig:16   | Identified the ring "Qunom" {+Inv rPois} (You found it on level 16 of a ziggurat)
512807 | Zig:16   | Got a smoking pewter ring
512808 | Zig:16   | Identified the ring of Ehipsi Gimma {Str+2 Stlth-} (You found it on level 16 of a ziggurat)
512816 | Zig:16   | Identified the Handbook of Toxic Confrontation
512919 | Zig:17   | Entered Level 17 of a ziggurat
512959 | Zig:17   | Noticed Jyubis the pandemonium lord
512960 | Zig:17   | Killed Jyubis the pandemonium lord
513008 | Zig:17   | Identified the +0 cloak "Tielell" {Int+2} (You found it on level 17 of a ziggurat)
513019 | Zig:17   | Got a transparent jade ring
513021 | Zig:17   | Identified the ring "Moipheic" {Wiz +Blink rF+ rC- Stlth+} (You found it on level 17 of a ziggurat)
513146 | Zig:18   | Entered Level 18 of a ziggurat
513146 | Zig:18   | Noticed an ancient lich
513146 | Zig:18   | Noticed an ancient lich
513146 | Zig:18   | Noticed an ancient lich
513146 | Zig:18   | Noticed an ancient lich
513146 | Zig:18   | Noticed an ancient lich
513147 | Zig:18   | Killed an ancient lich
513148 | Zig:18   | Noticed an ancient lich
513148 | Zig:18   | Noticed an ancient lich
513148 | Zig:18   | Noticed an ancient lich
513148 | Zig:18   | Noticed an ancient lich
513149 | Zig:18   | Noticed an ancient lich
513149 | Zig:18   | Killed an ancient lich
513150 | Zig:18   | Noticed an ancient lich
513150 | Zig:18   | Killed an ancient lich
513150 | Zig:18   | Killed an ancient lich
513150 | Zig:18   | Killed an ancient lich
513151 | Zig:18   | Noticed an ancient lich
513152 | Zig:18   | Noticed an ancient lich
513152 | Zig:18   | Killed an ancient lich
513152 | Zig:18   | Killed an ancient lich
513153 | Zig:18   | Noticed an ancient lich
513154 | Zig:18   | Noticed an ancient lich
513155 | Zig:18   | Killed an ancient lich
513155 | Zig:18   | Killed an ancient lich
513155 | Zig:18   | Killed an ancient lich
513155 | Zig:18   | Killed an ancient lich
513155 | Zig:18   | Killed an ancient lich
513155 | Zig:18   | Killed an ancient lich
513155 | Zig:18   | Killed an ancient lich
513155 | Zig:18   | Killed an ancient lich
513156 | Zig:18   | Noticed an ancient lich
513156 | Zig:18   | Noticed an ancient lich
513156 | Zig:18   | Noticed an ancient lich
513156 | Zig:18   | Noticed an ancient lich
513156 | Zig:18   | Noticed an ancient lich
513157 | Zig:18   | Noticed an ancient lich
513158 | Zig:18   | Noticed an ancient lich
513158 | Zig:18   | Noticed an ancient lich
513158 | Zig:18   | Noticed an ancient lich
513159 | Zig:18   | Killed an ancient lich
513159 | Zig:18   | Killed an ancient lich
513159 | Zig:18   | Killed an ancient lich
513159 | Zig:18   | Killed an ancient lich
513159 | Zig:18   | Killed an ancient lich
513160 | Zig:18   | Noticed an ancient lich
513161 | Zig:18   | Noticed an ancient lich
513161 | Zig:18   | Killed an ancient lich
513162 | Zig:18   | Noticed an ancient lich
513162 | Zig:18   | Killed an ancient lich
513162 | Zig:18   | Killed an ancient lich
513163 | Zig:18   | Noticed an ancient lich
513163 | Zig:18   | Noticed an ancient lich
513163 | Zig:18   | Noticed an ancient lich
513163 | Zig:18   | Noticed an ancient lich
513163 | Zig:18   | Noticed an ancient lich
513163 | Zig:18   | Noticed an ancient lich
513163 | Zig:18   | Noticed an ancient lich
513163 | Zig:18   | Noticed an ancient lich
513164 | Zig:18   | Noticed an ancient lich
513164 | Zig:18   | Noticed an ancient lich
513164 | Zig:18   | Noticed an ancient lich
513165 | Zig:18   | Noticed an ancient lich
513165 | Zig:18   | Noticed an ancient lich
513165 | Zig:18   | Killed an ancient lich
513165 | Zig:18   | Killed an ancient lich
513165 | Zig:18   | Killed an ancient lich
513166 | Zig:18   | Noticed an ancient lich
513166 | Zig:18   | Noticed an ancient lich
513166 | Zig:18   | Noticed an ancient lich
513167 | Zig:18   | Noticed an ancient lich
513167 | Zig:18   | Killed an ancient lich
513167 | Zig:18   | Killed an ancient lich
513167 | Zig:18   | Killed an ancient lich
513167 | Zig:18   | Killed an ancient lich
513167 | Zig:18   | Killed an ancient lich
513167 | Zig:18   | Killed an ancient lich
513167 | Zig:18   | Killed an ancient lich
513167 | Zig:18   | Killed an ancient lich
513167 | Zig:18   | Killed an ancient lich
513167 | Zig:18   | Killed an ancient lich
513168 | Zig:18   | Killed an ancient lich
513168 | Zig:18   | Killed an ancient lich
513168 | Zig:18   | Killed an ancient lich
513168 | Zig:18   | Killed an ancient lich
513168 | Zig:18   | Killed an ancient lich
513168 | Zig:18   | Killed an ancient lich
513168 | Zig:18   | Killed an ancient lich
513168 | Zig:18   | Killed an ancient lich
513170 | Zig:18   | Noticed an ancient lich
513171 | Zig:18   | Noticed an ancient lich
513172 | Zig:18   | Noticed an ancient lich
513174 | Zig:18   | Killed an ancient lich
513176 | Zig:18   | Killed an ancient lich
513176 | Zig:18   | Killed an ancient lich
513188 | Zig:18   | Got a sparkling marble ring
513190 | Zig:18   | Identified the ring "Lerokuj" {rN+ MR+ Dex-5 Slay+2} (You found it on level 18 of a ziggurat)
513197 | Zig:18   | Got a warped brass ring
513198 | Zig:18   | Identified the ring "Wyboyly" {rCorr *Drain rElec rPois SInv} (You found it on level 18 of a ziggurat)
513257 | Zig:18   | Got a bound tin ring
513258 | Zig:18   | Identified the ring "Foug" {rPois rC+ rN+ Str+2} (You found it on level 18 of a ziggurat)
513263 | Zig:18   | Got a twitching wooden ring
513264 | Zig:18   | Identified the ring of Hepliaklqana's Esteem {rPois Int+2 SInv} (You found it on level 18 of a ziggurat)
513276 | Zig:18   | Got a twitching golden ring
513277 | Zig:18   | Identified the ring "Goteca" {Ice rElec Dex+6} (You found it on level 18 of a ziggurat)
513316 | Zig:18   | Identified the cursed +0 pair of gloves "Ziymuf" {MR+ Str+4 Dex-4 SInv} (You found it on level 18 of a ziggurat)
513352 | Zig:19   | Entered Level 19 of a ziggurat
513377 | Zig:19   | Killed Buetaerch the pandemonium lord
513451 | Zig:19   | Identified the Volume of the Poisonous Entourage
513456 | Zig:19   | Got a wavering copper amulet
513490 | Zig:19   | Got a clouded ivory ring
513492 | Zig:19   | Identified the ring "Orinolyeqo" {rElec Str+3} (You found it on level 19 of a ziggurat)
513499 | Zig:19   | Got a shimmering bone ring
513500 | Zig:19   | Identified the ring "Siedgh" {+Fly rF+ rN++ Int+6 SInv} (You found it on level 19 of a ziggurat)
513524 | Zig:19   | Got a shimmering golden ring
513526 | Zig:19   | Identified the ring of Kiodgh {MP+9 Str+4 Slay-4 SInv} (You found it on level 19 of a ziggurat)
513602 | Zig:19   | Identified the Reference Book on the Escort and Moulding
513618 | Zig:20   | Entered Level 20 of a ziggurat
513653 | Zig:20   | Noticed Bipsoh the pandemonium lord
513712 | Zig:20   | Killed Bipsoh the pandemonium lord
513734 | Zig:20   | Got a faintly glowing brass amulet
513735 | Zig:20   | Identified the amulet "Uxic Mocw" {Harm *Drain rC+ Dex+3} (You found it on level 19 of a ziggurat)
513736 | Zig:20   | Identified the amulet "Vadurr" {Inacc rF+ Str+3 Dex+2} (You found it on level 20 of a ziggurat)
513768 | Zig:20   | Got a twitching turquoise ring
513770 | Zig:20   | Identified the cursed ring of Uruiz {rElec Int+6 Dex-2} (You found it on level 20 of a ziggurat)
513777 | Zig:20   | Got a slimy granite ring
513782 | Zig:20   | Identified the ring of Luwuteem {+Fly Int+4} (You found it on level 20 of a ziggurat)
513788 | Zig:20   | Got a sparkling golden ring
513789 | Zig:20   | Identified the ring "Duxir" {rPois rF+ MP+9} (You found it on level 20 of a ziggurat)
513889 | Zig:21   | Entered Level 21 of a ziggurat
513889 | Zig:21   | Noticed Wups the pandemonium lord
513889 | Zig:21   | Noticed Mismida the pandemonium lord
513889 | Zig:21   | Noticed Noug the pandemonium lord
513889 | Zig:21   | Noticed Hudouz the pandemonium lord
513889 | Zig:21   | Noticed Aplecysmocs the pandemonium lord
513889 | Zig:21   | Noticed Zujyrchy the pandemonium lord
513889 | Zig:21   | Noticed Dedo the pandemonium lord
513889 | Zig:21   | Noticed Olamewk the pandemonium lord
513889 | Zig:21   | Noticed Kogeleul the pandemonium lord
513889 | Zig:21   | Noticed Puppepta the pandemonium lord
513889 | Zig:21   | Noticed Fealo the pandemonium lord
513889 | Zig:21   | Noticed Votuimak the pandemonium lord
513889 | Zig:21   | Noticed Duraqiacs the pandemonium lord
513889 | Zig:21   | Noticed Timuoppi the pandemonium lord
513889 | Zig:21   | Noticed Mief the pandemonium lord
513889 | Zig:21   | Noticed Xucodit the pandemonium lord
513889 | Zig:21   | Noticed Kinaitoy the pandemonium lord
513889 | Zig:21   | Noticed Texaod the pandemonium lord
513889 | Zig:21   | Noticed Sitip the pandemonium lord
513889 | Zig:21   | Noticed Muefod the pandemonium lord
513889 | Zig:21   | Noticed Yrouc the pandemonium lord
513889 | Zig:21   | Noticed Balan the pandemonium lord
513889 | Zig:21   | Noticed Suitow the pandemonium lord
513889 | Zig:21   | Noticed Caeluis the pandemonium lord
513889 | Zig:21   | Noticed Rutaul the pandemonium lord
513889 | Zig:21   | Noticed Killotae the pandemonium lord
513889 | Zig:21   | Noticed Amyodgh the pandemonium lord
513889 | Zig:21   | Noticed Cil Toex the pandemonium lord
513889 | Zig:21   | Noticed Buiwimor the pandemonium lord
513889 | Zig:21   | Noticed Rixutozu the pandemonium lord
513889 | Zig:21   | Noticed Xuoc the pandemonium lord
513889 | Zig:21   | Noticed Yleni the pandemonium lord
513889 | Zig:21   | Noticed Qedokk the pandemonium lord
513889 | Zig:21   | Noticed Lasseywk the pandemonium lord
513889 | Zig:21   | Noticed Fyfata the pandemonium lord
513891 | Zig:21   | Noticed Ygillyle the pandemonium lord
513891 | Zig:21   | Noticed Quti Beps the pandemonium lord
513891 | Zig:21   | Noticed Vuqeineq the pandemonium lord
513891 | Zig:21   | Noticed Guegeomputi the pandemonium lord
513891 | Zig:21   | Noticed Zat Ehah the pandemonium lord
513892 | Zig:21   | Noticed Boig the pandemonium lord
513893 | Zig:21   | Noticed Ceukhil the pandemonium lord
513893 | Zig:21   | Noticed Cuic the pandemonium lord
513893 | Zig:21   | Killed Rixutozu the pandemonium lord
513894 | Zig:21   | Noticed Tasyiq the pandemonium lord
513894 | Zig:21   | Noticed Lidiy the pandemonium lord
513894 | Zig:21   | Noticed Ofrodd the pandemonium lord
513894 | Zig:21   | Killed Votuimak the pandemonium lord
513894 | Zig:21   | Killed Wups the pandemonium lord
513894 | Zig:21   | Killed Xuoc the pandemonium lord
513894 | Zig:21   | Killed Caeluis the pandemonium lord
513894 | Zig:21   | Killed Liwuiwir the pandemonium lord
513894 | Zig:21   | Killed Hudouz the pandemonium lord
513895 | Zig:21   | Noticed Jittu the pandemonium lord
513895 | Zig:21   | Noticed Hucs the pandemonium lord
513895 | Zig:21   | Noticed Adiwkatt the pandemonium lord
513895 | Zig:21   | Killed Puppepta the pandemonium lord
513895 | Zig:21   | Killed Yrouc the pandemonium lord
513895 | Zig:21   | Killed Timuoppi the pandemonium lord
513895 | Zig:21   | Killed Muefod the pandemonium lord
513895 | Zig:21   | Killed Kogeleul the pandemonium lord
513896 | Zig:21   | Killed Kinaitoy the pandemonium lord
513898 | Zig:21   | Noticed Qasmaebb the pandemonium lord
513900 | Zig:21   | Noticed Elukhowo the pandemonium lord
513900 | Zig:21   | Noticed Ceyzel the pandemonium lord
513901 | Zig:21   | Killed Dedo the pandemonium lord
513902 | Zig:21   | Noticed Guyclei Ykhli the pandemonium lord
513903 | Zig:21   | Killed Guegeomputi the pandemonium lord
513904 | Zig:21   | Noticed Wiafosma the pandemonium lord
513906 | Zig:21   | Noticed Teun Exu the pandemonium lord
513907 | Zig:21   | Killed Buiwimor the pandemonium lord
513907 | Zig:21   | Killed Killotae the pandemonium lord
513907 | Zig:21   | Killed Qedokk the pandemonium lord
513907 | Zig:21   | Killed Ygillyle the pandemonium lord
513907 | Zig:21   | Killed Sitip the pandemonium lord
513907 | Zig:21   | Killed Balan the pandemonium lord
513908 | Zig:21   | Killed Hucs the pandemonium lord
513908 | Zig:21   | Killed Lidiy the pandemonium lord
513908 | Zig:21   | Killed Cuic the pandemonium lord
513908 | Zig:21   | Killed Qasmaebb the pandemonium lord
513908 | Zig:21   | Killed Fealo the pandemonium lord
513909 | Zig:21   | Noticed Obeduesa the pandemonium lord
513915 | Zig:21   | Noticed Lac Tosoa the pandemonium lord
513917 | Zig:21   | Noticed Ydweho the pandemonium lord
513920 | Zig:21   | Killed Olamewk the pandemonium lord
513920 | Zig:21   | Killed Texaod the pandemonium lord
513921 | Zig:21   | Killed Aplecysmocs the pandemonium lord
513922 | Zig:21   | Killed Lac Tosoa the pandemonium lord
513923 | Zig:21   | Killed Jittu the pandemonium lord
513923 | Zig:21   | Killed Amyodgh the pandemonium lord
513924 | Zig:21   | Noticed Quihisux the pandemonium lord
513924 | Zig:21   | Killed Ceukhil the pandemonium lord
513925 | Zig:21   | Noticed Gexufan the pandemonium lord
513925 | Zig:21   | Noticed Kaomaan the pandemonium lord
513925 | Zig:21   | Noticed Tacu the pandemonium lord
513925 | Zig:21   | Killed Zat Ehah the pandemonium lord
513925 | Zig:21   | Killed Tasyiq the pandemonium lord
513925 | Zig:21   | Killed Vuqeineq the pandemonium lord
513925 | Zig:21   | Killed Ofrodd the pandemonium lord
513926 | Zig:21   | Noticed Ecamidghei the pandemonium lord
513926 | Zig:21   | Noticed Huan the pandemonium lord
513926 | Zig:21   | Noticed Ciasoppo the pandemonium lord
513926 | Zig:21   | Killed Yleni the pandemonium lord
513926 | Zig:21   | Killed Zujyrchy the pandemonium lord
513926 | Zig:21   | Killed Elukhowo the pandemonium lord
513926 | Zig:21   | Killed Fyfata the pandemonium lord
513928 | Zig:21   | Noticed Baekh the pandemonium lord
513928 | Zig:21   | Noticed Myfusy the pandemonium lord
513928 | Zig:21   | Noticed Yvvux the pandemonium lord
513928 | Zig:21   | Noticed Joteops the pandemonium lord
513928 | Zig:21   | Noticed Duuxkan the pandemonium lord
513928 | Zig:21   | Killed Quti Beps the pandemonium lord
513928 | Zig:21   | Killed Cil Toex the pandemonium lord
513928 | Zig:21   | Killed Guyclei Ykhli the pandemonium lord
513928 | Zig:21   | Killed Suitow the pandemonium lord
513928 | Zig:21   | Killed Kaomaan the pandemonium lord
513928 | Zig:21   | Killed Boig the pandemonium lord
513928 | Zig:21   | Killed Teun Exu the pandemonium lord
513928 | Zig:21   | Killed Ydweho the pandemonium lord
513929 | Zig:21   | Noticed Folaruco the pandemonium lord
513929 | Zig:21   | Noticed Zuevig the pandemonium lord
513929 | Zig:21   | Noticed Usuimnoyv the pandemonium lord
513931 | Zig:21   | Noticed Totocze the pandemonium lord
513931 | Zig:21   | Noticed Usosk the pandemonium lord
513931 | Zig:21   | Killed Totocze the pandemonium lord
513931 | Zig:21   | Killed Tuifuo the pandemonium lord
513931 | Zig:21   | Killed Lasseywk the pandemonium lord
513932 | Zig:21   | Killed Huan the pandemonium lord
513932 | Zig:21   | Killed Tacu the pandemonium lord
513932 | Zig:21   | Killed Mismida the pandemonium lord
513932 | Zig:21   | Killed Ecamidghei the pandemonium lord
513932 | Zig:21   | Killed Ceyzel the pandemonium lord
513932 | Zig:21   | Killed Adiwkatt the pandemonium lord
513934 | Zig:21   | Killed Mief the pandemonium lord
513934 | Zig:21   | Killed Gexufan the pandemonium lord
513934 | Zig:21   | Killed Myfusy the pandemonium lord
513935 | Zig:21   | Noticed Xigg the pandemonium lord
513935 | Zig:21   | Killed Yvvux the pandemonium lord
513935 | Zig:21   | Killed Obeduesa the pandemonium lord
513935 | Zig:21   | Killed Lesovil the pandemonium lord
513935 | Zig:21   | Killed Baekh the pandemonium lord
513935 | Zig:21   | Killed Zuevig the pandemonium lord
513936 | Zig:21   | Noticed Hyskescha the pandemonium lord
513936 | Zig:21   | Killed Duraqiacs the pandemonium lord
513936 | Zig:21   | Killed Hyskescha the pandemonium lord
513937 | Zig:21   | Killed Folaruco the pandemonium lord
513939 | Zig:21   | Noticed Toc Panna the pandemonium lord
513940 | Zig:21   | Noticed Reudghysa the pandemonium lord
513940 | Zig:21   | Killed Duuxkan the pandemonium lord
513941 | Zig:21   | Noticed Alupusoe the pandemonium lord
513941 | Zig:21   | Noticed Axie the pandemonium lord
513941 | Zig:21   | Noticed Ditaro the pandemonium lord
513942 | Zig:21   | Killed Ciasoppo the pandemonium lord
513943 | Zig:21   | Noticed Congah the pandemonium lord
513944 | Zig:21   | Killed Quihisux the pandemonium lord
513945 | Zig:21   | Noticed Cygun the pandemonium lord
513945 | Zig:21   | Noticed Ycymug the pandemonium lord
513945 | Zig:21   | Noticed Kuiqet the pandemonium lord
513945 | Zig:21   | Noticed Suipnen the pandemonium lord
513946 | Zig:21   | Noticed Vusisaij the pandemonium lord
513946 | Zig:21   | Noticed Codaesin the pandemonium lord
513946 | Zig:21   | Noticed Tarul the pandemonium lord
513946 | Zig:21   | Killed Cygun the pandemonium lord
513946 | Zig:21   | Killed Usuimnoyv the pandemonium lord
513946 | Zig:21   | Killed Suipnen the pandemonium lord
513946 | Zig:21   | Killed Rutaul the pandemonium lord
513946 | Zig:21   | Killed Usosk the pandemonium lord
513946 | Zig:21   | Killed Wiafosma the pandemonium lord
513948 | Zig:21   | Noticed Kaypp the pandemonium lord
513948 | Zig:21   | Noticed Ledabek the pandemonium lord
513948 | Zig:21   | Noticed Qeohuitz the pandemonium lord
513949 | Zig:21   | Noticed Vauce the pandemonium lord
513949 | Zig:21   | Killed Axie the pandemonium lord
513950 | Zig:21   | Noticed Tuefidd the pandemonium lord
513950 | Zig:21   | Killed Kuiqet the pandemonium lord
513950 | Zig:21   | Killed Reudghysa the pandemonium lord
513950 | Zig:21   | Killed Alupusoe the pandemonium lord
513950 | Zig:21   | Killed Toc Panna the pandemonium lord
513950 | Zig:21   | Killed Noug the pandemonium lord
513951 | Zig:21   | Killed Xigg the pandemonium lord
513952 | Zig:21   | Noticed Cysmaesk the pandemonium lord
513952 | Zig:21   | Noticed Qacub the pandemonium lord
513952 | Zig:21   | Killed Ditaro the pandemonium lord
513952 | Zig:21   | Killed Congah the pandemonium lord
513952 | Zig:21   | Killed Xucodit the pandemonium lord
513952 | Zig:21   | Killed Ycymug the pandemonium lord
513954 | Zig:21   | Noticed Wabbewoq the pandemonium lord
513954 | Zig:21   | Noticed Buxkac the pandemonium lord
513954 | Zig:21   | Killed Kaypp the pandemonium lord
513954 | Zig:21   | Killed Qeohuitz the pandemonium lord
513955 | Zig:21   | Noticed Opreirej the pandemonium lord
513956 | Zig:21   | Noticed Muff the pandemonium lord
513956 | Zig:21   | Noticed Tuzax the pandemonium lord
513956 | Zig:21   | Noticed Isiaq the pandemonium lord
513957 | Zig:21   | Noticed Eruoxejo the pandemonium lord
513957 | Zig:21   | Killed Byodduam the pandemonium lord
513958 | Zig:21   | Noticed Wyidghoev the pandemonium lord
513960 | Zig:21   | Noticed Kucaral the pandemonium lord
513960 | Zig:21   | Killed Opreirej the pandemonium lord
513960 | Zig:21   | Killed Muff the pandemonium lord
513961 | Zig:21   | Noticed Duebidafa the pandemonium lord
513961 | Zig:21   | Killed Tuzax the pandemonium lord
513961 | Zig:21   | Killed Isiaq the pandemonium lord
513963 | Zig:21   | Noticed Ydugen the pandemonium lord
513963 | Zig:21   | Noticed Pokhur the pandemonium lord
513964 | Zig:21   | Noticed Abothigo the pandemonium lord
513964 | Zig:21   | Noticed Waaz the pandemonium lord
513965 | Zig:21   | Noticed Gaikonoe the pandemonium lord
513965 | Zig:21   | Noticed Paufeak the pandemonium lord
513965 | Zig:21   | Noticed Dyaxzal the pandemonium lord
513965 | Zig:21   | Killed Tuefidd the pandemonium lord
513965 | Zig:21   | Killed Cysmaesk the pandemonium lord
513965 | Zig:21   | Killed Vusisaij the pandemonium lord
513965 | Zig:21   | Killed Kucaral the pandemonium lord
513965 | Zig:21   | Killed Buxkac the pandemonium lord
513965 | Zig:21   | Killed Eruoxejo the pandemonium lord
513965 | Zig:21   | Killed Vauce the pandemonium lord
513965 | Zig:21   | Killed Duebidafa the pandemonium lord
513966 | Zig:21   | Noticed Linup the pandemonium lord
513966 | Zig:21   | Noticed Simpetaz the pandemonium lord
513967 | Zig:21   | Noticed Unefush the pandemonium lord
513967 | Zig:21   | Killed Gaikonoe the pandemonium lord
513967 | Zig:21   | Killed Ydugen the pandemonium lord
513967 | Zig:21   | Killed Paufeak the pandemonium lord
513967 | Zig:21   | Killed Qacub the pandemonium lord
513967 | Zig:21   | Killed Ledabek the pandemonium lord
513967 | Zig:21   | Killed Maviotest the pandemonium lord
513969 | Zig:21   | Noticed Ipef the pandemonium lord
513969 | Zig:21   | Noticed Tiymagre the pandemonium lord
513969 | Zig:21   | Noticed Meoke the pandemonium lord
513969 | Zig:21   | Noticed Atolu the pandemonium lord
513970 | Zig:21   | Noticed Vepn the pandemonium lord
513970 | Zig:21   | Noticed Toefot the pandemonium lord
513970 | Zig:21   | Noticed Raxooson the pandemonium lord
513970 | Zig:21   | Killed Tarul the pandemonium lord
513970 | Zig:21   | Killed Dyaxzal the pandemonium lord
513970 | Zig:21   | Killed Abothigo the pandemonium lord
513970 | Zig:21   | Killed Joteops the pandemonium lord
513970 | Zig:21   | Killed Waaz the pandemonium lord
513970 | Zig:21   | Killed Roihaopuush the pandemonium lord
513970 | Zig:21   | Killed Linup the pandemonium lord
513971 | Zig:21   | Noticed Kugiykoph the pandemonium lord
513971 | Zig:21   | Noticed Hekkapp the pandemonium lord
513972 | Zig:21   | Noticed Qegohied the pandemonium lord
513973 | Zig:21   | Noticed Onaiwku the pandemonium lord
513973 | Zig:21   | Noticed Gijenyar the pandemonium lord
513973 | Zig:21   | Killed Atolu the pandemonium lord
513974 | Zig:21   | Noticed Muodegg the pandemonium lord
513974 | Zig:21   | Noticed Qunlatas the pandemonium lord
513975 | Zig:21   | Killed Hekkapp the pandemonium lord
513975 | Zig:21   | Killed Qunlatas the pandemonium lord
513975 | Zig:21   | Killed Muodegg the pandemonium lord
513975 | Zig:21   | Killed Meoke the pandemonium lord
513976 | Zig:21   | Noticed Vawkecaa the pandemonium lord
513976 | Zig:21   | Noticed Caihisa the pandemonium lord
513977 | Zig:21   | Noticed Vigo the pandemonium lord
513977 | Zig:21   | Killed Wyidghoev the pandemonium lord
513977 | Zig:21   | Killed Vepn the pandemonium lord
513977 | Zig:21   | Killed Tiymagre the pandemonium lord
513977 | Zig:21   | Killed Ruobiweol the pandemonium lord
513977 | Zig:21   | Killed Codaesin the pandemonium lord
513978 | Zig:21   | Noticed Jinumoge the pandemonium lord
513978 | Zig:21   | Noticed Nutrec the pandemonium lord
513979 | Zig:21   | Killed Toefot the pandemonium lord
513980 | Zig:21   | Noticed Parukkaw the pandemonium lord
513980 | Zig:21   | Noticed Ricwaiheu the pandemonium lord
513981 | Zig:21   | Noticed Douklin the pandemonium lord
513981 | Zig:21   | Noticed Yjavvapa the pandemonium lord
513982 | Zig:21   | Noticed Abihiz the pandemonium lord
513982 | Zig:21   | Killed Qegohied the pandemonium lord
513982 | Zig:21   | Killed Onaiwku the pandemonium lord
513982 | Zig:21   | Killed Caihisa the pandemonium lord
513983 | Zig:21   | Noticed Mimuh the pandemonium lord
513983 | Zig:21   | Noticed Riowaov the pandemonium lord
513983 | Zig:21   | Killed Kugiykoph the pandemonium lord
513983 | Zig:21   | Killed Wabbewoq the pandemonium lord
513984 | Zig:21   | Killed Jinumoge the pandemonium lord
513985 | Zig:21   | Noticed Famichy the pandemonium lord
513985 | Zig:21   | Noticed Daryim the pandemonium lord
513985 | Zig:21   | Killed Vigo the pandemonium lord
513985 | Zig:21   | Killed Pokhur the pandemonium lord
513987 | Zig:21   | Noticed Ymitseid the pandemonium lord
513988 | Zig:21   | Noticed Anoat the pandemonium lord
513990 | Zig:21   | Killed Riowaov the pandemonium lord
513992 | Zig:21   | Noticed Zef Nethrarch the pandemonium lord
513992 | Zig:21   | Noticed Tahef the pandemonium lord
513992 | Zig:21   | Killed Ipef the pandemonium lord
513992 | Zig:21   | Killed Ymitseid the pandemonium lord
513992 | Zig:21   | Killed Simpetaz the pandemonium lord
513992 | Zig:21   | Killed Misof the pandemonium lord
513993 | Zig:21   | Noticed Cuaset the pandemonium lord
513993 | Zig:21   | Killed Famichy the pandemonium lord
513993 | Zig:21   | Killed Tahef the pandemonium lord
513994 | Zig:21   | Noticed Gal Gea the pandemonium lord
513995 | Zig:21   | Noticed Echo the pandemonium lord
513995 | Zig:21   | Noticed Yteruyg the pandemonium lord
513995 | Zig:21   | Noticed Ezul the pandemonium lord
513995 | Zig:21   | Noticed Kyvudghecs the pandemonium lord
513996 | Zig:21   | Noticed Heskoutt the pandemonium lord
513996 | Zig:21   | Killed Yjavvapa the pandemonium lord
513998 | Zig:21   | Killed Vawkecaa the pandemonium lord
513998 | Zig:21   | Killed Kyvudghecs the pandemonium lord
513998 | Zig:21   | Killed Yteruyg the pandemonium lord
513998 | Zig:21   | Killed Wieroas the pandemonium lord
513998 | Zig:21   | Killed Poexaer the pandemonium lord
513998 | Zig:21   | Killed Cuaset the pandemonium lord
513999 | Zig:21   | Noticed Fekkist the pandemonium lord
513999 | Zig:21   | Killed Heskoutt the pandemonium lord
513999 | Zig:21   | Killed Fekkist the pandemonium lord
513999 | Zig:21   | Killed Ricwaiheu the pandemonium lord
513999 | Zig:21   | Killed Ezul the pandemonium lord
513999 | Zig:21   | Killed Unefush the pandemonium lord
513999 | Zig:21   | Killed Echo the pandemonium lord
513999 | Zig:21   | Killed Daryim the pandemonium lord
514000 | Zig:21   | Noticed Ligimav the pandemonium lord
514000 | Zig:21   | Noticed Ysaubloe the pandemonium lord
514000 | Zig:21   | Killed Anoat the pandemonium lord
514000 | Zig:21   | Killed Abihiz the pandemonium lord
514001 | Zig:21   | Noticed Kessynk the pandemonium lord
514001 | Zig:21   | Noticed Dinim Tump the pandemonium lord
514001 | Zig:21   | Noticed Fetwaed the pandemonium lord
514001 | Zig:21   | Killed Zef Nethrarch the pandemonium lord
514001 | Zig:21   | Killed Gal Gea the pandemonium lord
514001 | Zig:21   | Killed Mimuh the pandemonium lord
514001 | Zig:21   | Killed Kessynk the pandemonium lord
514002 | Zig:21   | Noticed Limn the pandemonium lord
514002 | Zig:21   | Noticed Kuf Puh the pandemonium lord
514002 | Zig:21   | Noticed Pixzev the pandemonium lord
514002 | Zig:21   | Killed Gijenyar the pandemonium lord
514003 | Zig:21   | Noticed Taumafikh the pandemonium lord
514003 | Zig:21   | Noticed Weso the pandemonium lord
514003 | Zig:21   | Noticed Fesoif the pandemonium lord
514003 | Zig:21   | Noticed Gioga the pandemonium lord
514003 | Zig:21   | Noticed Etoyxt the pandemonium lord
514003 | Zig:21   | Killed Pixzev the pandemonium lord
514003 | Zig:21   | Killed Taumafikh the pandemonium lord
514003 | Zig:21   | Killed Fetwaed the pandemonium lord
514003 | Zig:21   | Killed Gioga the pandemonium lord
514004 | Zig:21   | Noticed Yvubap the pandemonium lord
514004 | Zig:21   | Noticed Lusaen the pandemonium lord
514004 | Zig:21   | Noticed Liugagg the pandemonium lord
514004 | Zig:21   | Killed Parukkaw the pandemonium lord
514004 | Zig:21   | Killed Limn the pandemonium lord
514004 | Zig:21   | Killed Nutrec the pandemonium lord
514006 | Zig:21   | Noticed Mitwun the pandemonium lord
514006 | Zig:21   | Killed Yvubap the pandemonium lord
514006 | Zig:21   | Killed Dinim Tump the pandemonium lord
514006 | Zig:21   | Killed Liugagg the pandemonium lord
514007 | Zig:21   | Noticed Cinuokua the pandemonium lord
514007 | Zig:21   | Noticed Xogyehen the pandemonium lord
514007 | Zig:21   | Noticed Eboycki the pandemonium lord
514007 | Zig:21   | Noticed Liheo the pandemonium lord
514007 | Zig:21   | Killed Lusaen the pandemonium lord
514007 | Zig:21   | Killed Ligimav the pandemonium lord
514008 | Zig:21   | Noticed Doler the pandemonium lord
514008 | Zig:21   | Noticed Gumiuh the pandemonium lord
514008 | Zig:21   | Noticed Vaonik the pandemonium lord
514009 | Zig:21   | Noticed Onweosi the pandemonium lord
514010 | Zig:21   | Killed Liheo the pandemonium lord
514010 | Zig:21   | Killed Kuf Puh the pandemonium lord
514010 | Zig:21   | Killed Raxooson the pandemonium lord
514010 | Zig:21   | Killed Xogyehen the pandemonium lord
514010 | Zig:21   | Killed Gumiuh the pandemonium lord
514011 | Zig:21   | Noticed Apep the pandemonium lord
514011 | Zig:21   | Killed Eboycki the pandemonium lord
514012 | Zig:21   | Noticed Byuc the pandemonium lord
514012 | Zig:21   | Noticed Ettulafe the pandemonium lord
514013 | Zig:21   | Noticed Juomn the pandemonium lord
514014 | Zig:21   | Noticed Mascharer the pandemonium lord
514014 | Zig:21   | Noticed Feckaery the pandemonium lord
514014 | Zig:21   | Killed Douklin the pandemonium lord
514014 | Zig:21   | Killed Doler the pandemonium lord
514014 | Zig:21   | Killed Vaonik the pandemonium lord
514015 | Zig:21   | Noticed Puedgh the pandemonium lord
514015 | Zig:21   | Killed Bopuk the pandemonium lord
514015 | Zig:21   | Killed Puedgh the pandemonium lord
514015 | Zig:21   | Killed Tugaaz Uhou the pandemonium lord
514015 | Zig:21   | Killed Cinuokua the pandemonium lord
514015 | Zig:21   | Killed Juomn the pandemonium lord
514016 | Zig:21   | Noticed Leureasm the pandemonium lord
514017 | Zig:21   | Noticed Vioppuitt the pandemonium lord
514017 | Zig:21   | Killed Onweosi the pandemonium lord
514017 | Zig:21   | Killed Ysaubloe the pandemonium lord
514017 | Zig:21   | Killed Ettulafe the pandemonium lord
514017 | Zig:21   | Killed Leureasm the pandemonium lord
514017 | Zig:21   | Killed Byuc the pandemonium lord
514017 | Zig:21   | Killed Etoyxt the pandemonium lord
514017 | Zig:21   | Killed Mitwun the pandemonium lord
514017 | Zig:21   | Killed Becofiwn the pandemonium lord
514017 | Zig:21   | Killed Apep the pandemonium lord
514019 | Zig:21   | Noticed Ryulaju the pandemonium lord
514019 | Zig:21   | Noticed Veyrueps the pandemonium lord
514020 | Zig:21   | Noticed Bief the pandemonium lord
514023 | Zig:21   | Killed Fesoif the pandemonium lord
514023 | Zig:21   | Killed Feckaery the pandemonium lord
514024 | Zig:21   | Noticed Alaiczus the pandemonium lord
514026 | Zig:21   | Killed Bief the pandemonium lord
514026 | Zig:21   | Killed Veyrueps the pandemonium lord
514027 | Zig:21   | Noticed Dumeihet the pandemonium lord
514028 | Zig:21   | Noticed Zeeret the pandemonium lord
514029 | Zig:21   | Noticed Raqoshou the pandemonium lord
514029 | Zig:21   | Noticed Mausch the pandemonium lord
514030 | Zig:21   | Killed Vioppuitt the pandemonium lord
514031 | Zig:21   | Noticed Aghakhon the pandemonium lord
514031 | Zig:21   | Noticed Vish the pandemonium lord
514033 | Zig:21   | Killed Weso the pandemonium lord
514033 | Zig:21   | Killed Zeeret the pandemonium lord
514034 | Zig:21   | Noticed Saisae Duwe the pandemonium lord
514034 | Zig:21   | Killed Aghakhon the pandemonium lord
514034 | Zig:21   | Killed Mascharer the pandemonium lord
514035 | Zig:21   | Noticed Erroc the pandemonium lord
514035 | Zig:21   | Killed Alaiczus the pandemonium lord
514038 | Zig:21   | Killed Dumeihet the pandemonium lord
514038 | Zig:21   | Killed Raqoshou the pandemonium lord
514038 | Zig:21   | Killed Vish the pandemonium lord
514040 | Zig:21   | Killed Saisae Duwe the pandemonium lord
514040 | Zig:21   | Killed Ryulaju the pandemonium lord
514040 | Zig:21   | Killed Mausch the pandemonium lord
514044 | Zig:21   | Killed Erroc the pandemonium lord
514120 | Zig:21   | Got a brightly glowing lead ring
514122 | Zig:21   | Identified the ring "Ypsup" {rElec Str+6} (You found it on level 21 of a ziggurat)
514150 | Zig:21   | Identified the Almanac of Fiery Contamination
514184 | Zig:21   | Identified the +2 cloak "Dydag" {+Fly MP+9} (You found it on level 21 of a ziggurat)
514321 | Zig:22   | Entered Level 22 of a ziggurat
514321 | Zig:22   | Noticed an ancient lich
514321 | Zig:22   | Noticed an ancient lich
514321 | Zig:22   | Noticed an ancient lich
514321 | Zig:22   | Noticed an ancient lich
514321 | Zig:22   | Noticed an ancient lich
514321 | Zig:22   | Noticed an ancient lich
514321 | Zig:22   | Noticed an ancient lich
514321 | Zig:22   | Noticed an ancient lich
514321 | Zig:22   | Noticed an ancient lich
514321 | Zig:22   | Noticed an ancient lich
514321 | Zig:22   | Noticed an ancient lich
514322 | Zig:22   | Killed an ancient lich
514322 | Zig:22   | Killed an ancient lich
514322 | Zig:22   | Killed an ancient lich
514322 | Zig:22   | Killed an ancient lich
514323 | Zig:22   | Noticed an ancient lich
514323 | Zig:22   | Noticed an ancient lich
514323 | Zig:22   | Noticed an ancient lich
514323 | Zig:22   | Noticed an ancient lich
514323 | Zig:22   | Killed an ancient lich
514323 | Zig:22   | Killed an ancient lich
514323 | Zig:22   | Killed an ancient lich
514323 | Zig:22   | Killed an ancient lich
514323 | Zig:22   | Killed an ancient lich
514323 | Zig:22   | Killed an ancient lich
514323 | Zig:22   | Killed an ancient lich
514324 | Zig:22   | Noticed an ancient lich
514324 | Zig:22   | Noticed an ancient lich
514324 | Zig:22   | Noticed an ancient lich
514324 | Zig:22   | Noticed an ancient lich
514324 | Zig:22   | Noticed an ancient lich
514325 | Zig:22   | Noticed an ancient lich
514325 | Zig:22   | Noticed an ancient lich
514326 | Zig:22   | Noticed an ancient lich
514326 | Zig:22   | Killed an ancient lich
514326 | Zig:22   | Killed an ancient lich
514327 | Zig:22   | Noticed an ancient lich
514327 | Zig:22   | Killed an ancient lich
514327 | Zig:22   | Killed an ancient lich
514328 | Zig:22   | Killed an ancient lich
514328 | Zig:22   | Killed an ancient lich
514328 | Zig:22   | Killed an ancient lich
514329 | Zig:22   | Noticed an ancient lich
514329 | Zig:22   | Noticed an ancient lich
514329 | Zig:22   | Noticed an ancient lich
514329 | Zig:22   | Noticed an ancient lich
514329 | Zig:22   | Noticed an ancient lich
514329 | Zig:22   | Noticed an ancient lich
514329 | Zig:22   | Noticed an ancient lich
514329 | Zig:22   | Killed an ancient lich
514329 | Zig:22   | Killed an ancient lich
514329 | Zig:22   | Killed an ancient lich
514330 | Zig:22   | Noticed an ancient lich
514330 | Zig:22   | Noticed an ancient lich
514330 | Zig:22   | Noticed an ancient lich
514330 | Zig:22   | Noticed an ancient lich
514330 | Zig:22   | Noticed an ancient lich
514330 | Zig:22   | Killed an ancient lich
514330 | Zig:22   | Killed an ancient lich
514330 | Zig:22   | Killed an ancient lich
514331 | Zig:22   | Noticed an ancient lich
514331 | Zig:22   | Noticed an ancient lich
514331 | Zig:22   | Noticed an ancient lich
514331 | Zig:22   | Killed an ancient lich
514331 | Zig:22   | Killed an ancient lich
514331 | Zig:22   | Killed an ancient lich
514331 | Zig:22   | Killed an ancient lich
514332 | Zig:22   | Noticed an ancient lich
514332 | Zig:22   | Noticed an ancient lich
514332 | Zig:22   | Noticed an ancient lich
514332 | Zig:22   | Noticed an ancient lich
514332 | Zig:22   | Noticed an ancient lich
514332 | Zig:22   | Noticed an ancient lich
514333 | Zig:22   | Noticed an ancient lich
514333 | Zig:22   | Noticed an ancient lich
514333 | Zig:22   | Noticed an ancient lich
514333 | Zig:22   | Noticed an ancient lich
514333 | Zig:22   | Noticed an ancient lich
514333 | Zig:22   | Noticed an ancient lich
514333 | Zig:22   | Noticed an ancient lich
514333 | Zig:22   | Noticed an ancient lich
514333 | Zig:22   | Noticed an ancient lich
514334 | Zig:22   | Noticed an ancient lich
514334 | Zig:22   | Noticed an ancient lich
514334 | Zig:22   | Killed an ancient lich
514334 | Zig:22   | Killed an ancient lich
514334 | Zig:22   | Killed an ancient lich
514334 | Zig:22   | Killed an ancient lich
514334 | Zig:22   | Killed an ancient lich
514334 | Zig:22   | Killed an ancient lich
514334 | Zig:22   | Killed an ancient lich
514334 | Zig:22   | Killed an ancient lich
514334 | Zig:22   | Killed an ancient lich
514334 | Zig:22   | Killed an ancient lich
514334 | Zig:22   | Killed an ancient lich
514334 | Zig:22   | Killed an ancient lich
514334 | Zig:22   | Killed an ancient lich
514334 | Zig:22   | Killed an ancient lich
514334 | Zig:22   | Killed an ancient lich
514334 | Zig:22   | Killed an ancient lich
514335 | Zig:22   | Noticed an ancient lich
514335 | Zig:22   | Noticed an ancient lich
514335 | Zig:22   | Noticed an ancient lich
514335 | Zig:22   | Noticed an ancient lich
514335 | Zig:22   | Noticed an ancient lich
514335 | Zig:22   | Noticed an ancient lich
514335 | Zig:22   | Noticed an ancient lich
514335 | Zig:22   | Noticed an ancient lich
514336 | Zig:22   | Noticed an ancient lich
514336 | Zig:22   | Noticed an ancient lich
514336 | Zig:22   | Noticed an ancient lich
514336 | Zig:22   | Noticed an ancient lich
514336 | Zig:22   | Noticed an ancient lich
514336 | Zig:22   | Killed an ancient lich
514336 | Zig:22   | Killed an ancient lich
514336 | Zig:22   | Killed an ancient lich
514336 | Zig:22   | Killed an ancient lich
514336 | Zig:22   | Killed an ancient lich
514336 | Zig:22   | Killed an ancient lich
514336 | Zig:22   | Killed an ancient lich
514336 | Zig:22   | Killed an ancient lich
514336 | Zig:22   | Killed an ancient lich
514336 | Zig:22   | Killed an ancient lich
514336 | Zig:22   | Killed an ancient lich
514336 | Zig:22   | Killed an ancient lich
514336 | Zig:22   | Killed an ancient lich
514336 | Zig:22   | Killed an ancient lich
514336 | Zig:22   | Killed an ancient lich
514336 | Zig:22   | Killed an ancient lich
514336 | Zig:22   | Killed an ancient lich
514336 | Zig:22   | Killed an ancient lich
514337 | Zig:22   | Noticed an ancient lich
514337 | Zig:22   | Noticed an ancient lich
514337 | Zig:22   | Noticed an ancient lich
514337 | Zig:22   | Noticed an ancient lich
514337 | Zig:22   | Noticed an ancient lich
514338 | Zig:22   | Killed an ancient lich
514339 | Zig:22   | Noticed an ancient lich
514339 | Zig:22   | Noticed an ancient lich
514339 | Zig:22   | Noticed an ancient lich
514339 | Zig:22   | Noticed an ancient lich
514339 | Zig:22   | Noticed an ancient lich
514339 | Zig:22   | Noticed an ancient lich
514339 | Zig:22   | Noticed an ancient lich
514339 | Zig:22   | Killed an ancient lich
514339 | Zig:22   | Killed an ancient lich
514339 | Zig:22   | Noticed an ancient lich
514340 | Zig:22   | Noticed an ancient lich
514340 | Zig:22   | Noticed an ancient lich
514340 | Zig:22   | Killed an ancient lich
514340 | Zig:22   | Killed an ancient lich
514340 | Zig:22   | Killed an ancient lich
514340 | Zig:22   | Killed an ancient lich
514340 | Zig:22   | Killed an ancient lich
514341 | Zig:22   | Noticed an ancient lich
514341 | Zig:22   | Killed an ancient lich
514341 | Zig:22   | Killed an ancient lich
514341 | Zig:22   | Killed an ancient lich
514341 | Zig:22   | Killed an ancient lich
514341 | Zig:22   | Killed an ancient lich
514342 | Zig:22   | Noticed an ancient lich
514342 | Zig:22   | Noticed an ancient lich
514342 | Zig:22   | Noticed an ancient lich
514342 | Zig:22   | Noticed an ancient lich
514342 | Zig:22   | Noticed an ancient lich
514342 | Zig:22   | Killed an ancient lich
514342 | Zig:22   | Killed an ancient lich
514342 | Zig:22   | Killed an ancient lich
514342 | Zig:22   | Killed an ancient lich
514342 | Zig:22   | Killed an ancient lich
514343 | Zig:22   | Noticed an ancient lich
514343 | Zig:22   | Noticed an ancient lich
514343 | Zig:22   | Noticed an ancient lich
514343 | Zig:22   | Noticed an ancient lich
514343 | Zig:22   | Noticed an ancient lich
514344 | Zig:22   | Noticed an ancient lich
514344 | Zig:22   | Noticed an ancient lich
514344 | Zig:22   | Noticed an ancient lich
514344 | Zig:22   | Killed an ancient lich
514345 | Zig:22   | Noticed an ancient lich
514345 | Zig:22   | Noticed an ancient lich
514345 | Zig:22   | Noticed an ancient lich
514346 | Zig:22   | Killed an ancient lich
514346 | Zig:22   | Killed an ancient lich
514346 | Zig:22   | Killed an ancient lich
514346 | Zig:22   | Killed an ancient lich
514346 | Zig:22   | Killed an ancient lich
514346 | Zig:22   | Killed an ancient lich
514346 | Zig:22   | Killed an ancient lich
514346 | Zig:22   | Killed an ancient lich
514346 | Zig:22   | Killed an ancient lich
514346 | Zig:22   | Killed an ancient lich
514347 | Zig:22   | Noticed an ancient lich
514347 | Zig:22   | Noticed an ancient lich
514347 | Zig:22   | Noticed an ancient lich
514347 | Zig:22   | Killed an ancient lich
514347 | Zig:22   | Killed an ancient lich
514347 | Zig:22   | Killed an ancient lich
514347 | Zig:22   | Killed an ancient lich
514347 | Zig:22   | Killed an ancient lich
514347 | Zig:22   | Killed an ancient lich
514347 | Zig:22   | Killed an ancient lich
514347 | Zig:22   | Killed an ancient lich
514347 | Zig:22   | Killed an ancient lich
514353 | Zig:22   | Killed an ancient lich
514353 | Zig:22   | Killed an ancient lich
514353 | Zig:22   | Killed an ancient lich
514354 | Zig:22   | Killed an ancient lich
514369 | Zig:22   | Got a clouded amber ring
514371 | Zig:22   | Identified the ring "Buehanasch" {rElec rPois Str+4 Dex+2} (You found it on level 22 of a ziggurat)
514394 | Zig:22   | Got a fine platinum ring
514395 | Zig:22   | Identified the ring "Merhaqoi" {Str+3 Int+5} (You found it on level 22 of a ziggurat)
514408 | Zig:22   | Got a glittering tin ring
514409 | Zig:22   | Identified the ring of Darkness {*Tele rC+ MR+} (You found it on level 22 of a ziggurat)
514474 | Zig:22   | Identified the Guide on Supportive Stones
514483 | Zig:22   | Identified the Almanac of Weightlessness and Stones
514499 | Zig:22   | Got a heavily runed ivory ring
514500 | Zig:22   | Identified the ring of Suspected Treachery {rN+ MP+9 Str+2} (You found it on level 22 of a ziggurat)
514531 | Zig:22   | Identified the +7 broad axe of the Twelve Planets {chop, Dex+4} (You found it on level 22 of a ziggurat)
514577 | Zig:23   | Entered Level 23 of a ziggurat
514706 | Zig:23   | Identified the +15 crystal plate armour of the Arcane {rF+ MR- Str+2 Stlth+} (You found it on level 23 of a ziggurat)
514729 | Zig:23   | Got a pitted wooden ring
514731 | Zig:23   | Identified the ring of Dawn {Str+4 Dex+6 Stlth-} (You found it on level 23 of a ziggurat)
514757 | Zig:23   | Got a smoking ruby amulet
514758 | Zig:23   | Identified the amulet of the Scarab {+Rage +Fly rF- Int+8 Dex+3} (You found it on level 23 of a ziggurat)
514776 | Zig:23   | Got a sparkling ivory ring
514778 | Zig:23   | Identified the ring of Biveohac {MR+ MP+9} (You found it on level 23 of a ziggurat)
514870 | Zig:24   | Entered Level 24 of a ziggurat
514952 | Zig:24   | Got a bound granite ring
514954 | Zig:24   | Identified the ring of the Good {Str+9 Int+5 Dex-2 Stlth+} (You found it on level 24 of a ziggurat)
514966 | Zig:24   | Got an ancient amber ring
514968 | Zig:24   | Identified the ring "Yblocrenn" {rPois Int+7} (You found it on level 24 of a ziggurat)
515074 | Zig:24   | Got a twitching tin ring
515075 | Zig:24   | Identified the ring "Kimarey" {rPois Str+3} (You found it on level 24 of a ziggurat)
515129 | Zig:24   | Identified the cursed -1 cloak "Emocufar" {rF+ Regen+ Str+2 Int-2} (You found it on level 24 of a ziggurat)
515141 | Zig:25   | Entered Level 25 of a ziggurat
515192 | Zig:25   | Got a vibrating lapis lazuli ring
515194 | Zig:25   | Identified the ring of Tyegax {rElec rF+ MP+9 Str+3 Slay+2} (You found it on level 25 of a ziggurat)
515232 | Zig:25   | Got a shimmering ivory amulet
515233 | Zig:25   | Identified the amulet "Xaichivi" {Inacc Int+2} (You found it on level 25 of a ziggurat)
515268 | Zig:25   | Got a steaming jade ring
515269 | Zig:25   | Identified the ring "Baoghy" {rCorr rPois Int+4 Dex+4} (You found it on level 25 of a ziggurat)
515273 | Zig:25   | Got a slimy marble ring
515275 | Zig:25   | Identified the ring "Abagra Putie" {Fire rElec Int+2 Dex+3} (You found it on level 25 of a ziggurat)
515326 | Zig:25   | Gained mutation: Your spells are harder to cast, but more powerful. [evolution]
515348 | Zig:25   | Identified the +0 double sword of the Messenger {drain, *Noise +Inv rElec Int+6} (You found it on level 25 of a ziggurat)
515354 | Zig:25   | Identified the +0 cloak "Ynolugh" {Dex+8} (You found it on level 25 of a ziggurat)
515362 | Zig:25   | Identified the Almanac of Earthen Conjuration
515398 | Zig:26   | Entered Level 26 of a ziggurat
515477 | Zig:26   | Paralysed by a floating eye for 3 turns
515515 | Zig:26   | Identified the +2 pair of boots "Iggum" {Str+4} (You found it on level 26 of a ziggurat)
515529 | Zig:26   | Identified the Tome of Battle Magic
515535 | Zig:26   | Got a brightly glowing brass ring
515537 | Zig:26   | Identified the ring "Orchedif" {+Fly Stlth+} (You found it on level 26 of a ziggurat)
515581 | Zig:26   | Identified Eqyiq's Reference Book on Dark Rites
515638 | Zig:26   | Identified the cursed +0 pair of gloves of the Bells {rPois Regen+ Str+4 Dex-2} (You found it on level 26 of a ziggurat)
515647 | Zig:26   | Identified the +11 crystal plate armour of the Lonely Deaths {-Tele Regen+ rCorr Int+5} (You found it on level 26 of a ziggurat)
515660 | Zig:27   | Entered Level 27 of a ziggurat
515724 | Zig:27   | Identified the +2 hat of the Leaf {-Tele Slay+5} (You found it on level 27 of a ziggurat)
515727 | Zig:27   | Identified Akhlyit's Compendium of the Excruciating Compass
515753 | Zig:27   | Got a crude amethyst amulet
515754 | Zig:27   | Identified the amulet "Aka Fiacu" {Gourm rPois rN+} (You found it on level 27 of a ziggurat)
516058 | Depths:2 | Identified the +2 cloak "Ithrup" {-Tele rN+ rCorr Int+4} (You acquired it on level 2 of the Depths)
516059 | Depths:2 | Identified the +3 hat of the Devil's Advocate {Str+4} (You acquired it on level 2 of the Depths)
516060 | Depths:2 | Identified the +4 hat of the Arcane {+Fly rC+ Str-3 Dex+3} (You acquired it on level 2 of the Depths)
516061 | Depths:2 | Identified the +2 large shield of the Hanged Man {*Drain rF- Int+8 Dex+7} (You acquired it on level 2 of the Depths)
516062 | Depths:2 | Identified the +0 cloak of Forking Paths {rF+ MR++} (You acquired it on level 2 of the Depths)
516063 | Depths:2 | Identified the +2 hat "Laneul" {rPois rN+ MR+} (You acquired it on level 2 of the Depths)
516064 | Depths:2 | Got a steaming shield
516064 | Depths:2 | Got a transparent scale mail
516117 | Zig:1    | Entered Level 1 of a ziggurat
516147 | Zig:2    | Entered Level 2 of a ziggurat
516191 | Zig:3    | Entered Level 3 of a ziggurat
516285 | Zig:4    | Entered Level 4 of a ziggurat
516325 | Zig:4    | Identified the +13 crystal plate armour "Borinao" {rF+ rN+} (You found it on level 4 of a ziggurat)
516342 | Zig:5    | Entered Level 5 of a ziggurat
516342 | Zig:5    | Noticed Onlil the pandemonium lord
516342 | Zig:5    | Noticed Faeplisch the pandemonium lord
516342 | Zig:5    | Noticed Zoehaelo the pandemonium lord
516342 | Zig:5    | Noticed Taost the pandemonium lord
516342 | Zig:5    | Noticed Leculumn the pandemonium lord
516342 | Zig:5    | Noticed Ynkuo the pandemonium lord
516342 | Zig:5    | Noticed Akeash the pandemonium lord
516342 | Zig:5    | Noticed Tuajucue the pandemonium lord
516342 | Zig:5    | Noticed Zipuel the pandemonium lord
516342 | Zig:5    | Noticed Mammo the pandemonium lord
516342 | Zig:5    | Noticed Toixt the pandemonium lord
516342 | Zig:5    | Noticed Obimyhut the pandemonium lord
516342 | Zig:5    | Noticed Cucha the pandemonium lord
516342 | Zig:5    | Noticed Agiwn the pandemonium lord
516342 | Zig:5    | Noticed Coawnith the pandemonium lord
516342 | Zig:5    | Noticed Mausud the pandemonium lord
516342 | Zig:5    | Noticed Roicitt the pandemonium lord
516342 | Zig:5    | Noticed Wept the pandemonium lord
516342 | Zig:5    | Noticed Isimej the pandemonium lord
516342 | Zig:5    | Noticed Uzuy the pandemonium lord
516342 | Zig:5    | Noticed Oliom the pandemonium lord
516342 | Zig:5    | Noticed Luetue the pandemonium lord
516342 | Zig:5    | Noticed Asyutisch the pandemonium lord
516342 | Zig:5    | Noticed Aschu the pandemonium lord
516342 | Zig:5    | Noticed Xiniecwi the pandemonium lord
516342 | Zig:5    | Noticed Gidod the pandemonium lord
516342 | Zig:5    | Noticed Aniklipt the pandemonium lord
516342 | Zig:5    | Noticed Veub the pandemonium lord
516342 | Zig:5    | Noticed Koubidism the pandemonium lord
516342 | Zig:5    | Noticed Fiesolis the pandemonium lord
516343 | Zig:5    | Noticed Afyibabb the pandemonium lord
516344 | Zig:5    | Noticed Giczefun the pandemonium lord
516344 | Zig:5    | Paralysed by you for 6 turns
516345 | Zig:5    | Noticed Purgh the pandemonium lord
516345 | Zig:5    | Killed Roicitt the pandemonium lord
516346 | Zig:5    | Noticed Veall the pandemonium lord
516346 | Zig:5    | Noticed Nemm the pandemonium lord
516346 | Zig:5    | Noticed Zomutueni the pandemonium lord
516346 | Zig:5    | Noticed Kivita the pandemonium lord
516346 | Zig:5    | Killed Luetue the pandemonium lord
516347 | Zig:5    | Noticed Pyekh the pandemonium lord
516347 | Zig:5    | Killed Tuajucue the pandemonium lord
516347 | Zig:5    | Killed Coawnith the pandemonium lord
516347 | Zig:5    | Killed Mausud the pandemonium lord
516347 | Zig:5    | Killed Obimyhut the pandemonium lord
516347 | Zig:5    | Killed Toixt the pandemonium lord
516348 | Zig:5    | Noticed Quynwekh the pandemonium lord
516348 | Zig:5    | Noticed Dorokak the pandemonium lord
516348 | Zig:5    | Noticed Jofus the pandemonium lord
516348 | Zig:5    | Noticed Taimur the pandemonium lord
516348 | Zig:5    | Noticed Lyte Cizu the pandemonium lord
516348 | Zig:5    | Killed Uzuy the pandemonium lord
516348 | Zig:5    | Killed Asyutisch the pandemonium lord
516348 | Zig:5    | Killed Fiesolis the pandemonium lord
516348 | Zig:5    | Killed Koubidism the pandemonium lord
516348 | Zig:5    | Killed Gidod the pandemonium lord
516348 | Zig:5    | Killed Kivita the pandemonium lord
516349 | Zig:5    | Noticed Zurphucla the pandemonium lord
516349 | Zig:5    | Noticed Visaot the pandemonium lord
516349 | Zig:5    | Noticed Ycoekyjel the pandemonium lord
516350 | Zig:5    | Noticed Qeat the pandemonium lord
516350 | Zig:5    | Noticed Ucyricia the pandemonium lord
516353 | Zig:5    | Killed Wept the pandemonium lord
516355 | Zig:5    | Noticed Yhar the pandemonium lord
516358 | Zig:5    | Killed Leculumn the pandemonium lord
516359 | Zig:5    | Killed Purgh the pandemonium lord
516359 | Zig:5    | Killed Cucha the pandemonium lord
516363 | Zig:5    | Killed Zomutueni the pandemonium lord
516363 | Zig:5    | Killed Isimej the pandemonium lord
516364 | Zig:5    | Killed Mammo the pandemonium lord
516364 | Zig:5    | Killed Veall the pandemonium lord
516364 | Zig:5    | Killed Pyekh the pandemonium lord
516364 | Zig:5    | Killed Ucyricia the pandemonium lord
516364 | Zig:5    | Killed Afyibabb the pandemonium lord
516364 | Zig:5    | Killed Oliom the pandemonium lord
516364 | Zig:5    | Killed Taimur the pandemonium lord
516364 | Zig:5    | Killed Zoehaelo the pandemonium lord
516364 | Zig:5    | Killed Aniklipt the pandemonium lord
516364 | Zig:5    | Killed Aschu the pandemonium lord
516366 | Zig:5    | Killed Nemm the pandemonium lord
516366 | Zig:5    | Killed Yhar the pandemonium lord
516366 | Zig:5    | Killed Veub the pandemonium lord
516366 | Zig:5    | Killed Ycoekyjel the pandemonium lord
516367 | Zig:5    | Killed Taost the pandemonium lord
516367 | Zig:5    | Killed Zurphucla the pandemonium lord
516367 | Zig:5    | Killed Akeash the pandemonium lord
516367 | Zig:5    | Killed Agiwn the pandemonium lord
516368 | Zig:5    | Noticed Icyrrir the pandemonium lord
516368 | Zig:5    | Killed Dorokak the pandemonium lord
516370 | Zig:5    | Noticed Fooliy the pandemonium lord
516370 | Zig:5    | Killed Giczefun the pandemonium lord
516370 | Zig:5    | Killed Quynwekh the pandemonium lord
516370 | Zig:5    | Killed Jido the pandemonium lord
516370 | Zig:5    | Killed Visaot the pandemonium lord
516371 | Zig:5    | Noticed Jyoliont the pandemonium lord
516372 | Zig:5    | Noticed Vedin the pandemonium lord
516372 | Zig:5    | Killed Onlil the pandemonium lord
516374 | Zig:5    | Noticed Naukakuxa the pandemonium lord
516376 | Zig:5    | Killed Jyoliont the pandemonium lord
516376 | Zig:5    | Killed Zipuel the pandemonium lord
516376 | Zig:5    | Killed Faeplisch the pandemonium lord
516376 | Zig:5    | Killed Agifaargh the pandemonium lord
516376 | Zig:5    | Killed Jofus the pandemonium lord
516376 | Zig:5    | Killed Fuuteato the pandemonium lord
516377 | Zig:5    | Noticed Vydyrudo the pandemonium lord
516378 | Zig:5    | Killed Icyrrir the pandemonium lord
516378 | Zig:5    | Killed Xiniecwi the pandemonium lord
516378 | Zig:5    | Killed Qeat the pandemonium lord
516378 | Zig:5    | Killed Vydyrudo the pandemonium lord
516379 | Zig:5    | Killed Fooliy the pandemonium lord
516380 | Zig:5    | Killed Voun Rug the pandemonium lord
516380 | Zig:5    | Killed Sifroiru the pandemonium lord
516380 | Zig:5    | Killed Vedin the pandemonium lord
516381 | Zig:5    | Noticed Vacemofo the pandemonium lord
516381 | Zig:5    | Killed Lyte Cizu the pandemonium lord
516381 | Zig:5    | Killed Ynkuo the pandemonium lord
516383 | Zig:5    | Killed Vacemofo the pandemonium lord
516385 | Zig:5    | Killed Naukakuxa the pandemonium lord
516388 | Zig:5    | Noticed Ricwoaq the pandemonium lord
516388 | Zig:5    | Noticed Becvoung the pandemonium lord
516388 | Zig:5    | Killed Ricwoaq the pandemonium lord
516388 | Zig:5    | Killed Vuxiv the pandemonium lord
516390 | Zig:5    | Killed Becvoung the pandemonium lord
516390 | Zig:5    | Killed Xasun the pandemonium lord
516390 | Zig:5    | Killed Tanukaod the pandemonium lord
516391 | Zig:5    | Noticed Ceggov the pandemonium lord
516392 | Zig:5    | Killed Ceggov the pandemonium lord
516393 | Zig:5    | Noticed Otidaos the pandemonium lord
516394 | Zig:5    | Killed Otidaos the pandemonium lord
516401 | Zig:5    | Noticed Tedgheull the pandemonium lord
516401 | Zig:5    | Killed Tedgheull the pandemonium lord
516553 | Zig:6    | Entered Level 6 of a ziggurat
516690 | Zig:7    | Entered Level 7 of a ziggurat
516690 | Zig:7    | Noticed an orb of fire
516690 | Zig:7    | Noticed an orb of fire
516690 | Zig:7    | Noticed an orb of fire
516690 | Zig:7    | Noticed an orb of fire
516690 | Zig:7    | Noticed an orb of fire
516690 | Zig:7    | Noticed an orb of fire
516690 | Zig:7    | Noticed an orb of fire
516690 | Zig:7    | Noticed an orb of fire
516690 | Zig:7    | Noticed an orb of fire
516690 | Zig:7    | Noticed an orb of fire
516690 | Zig:7    | Noticed an orb of fire
516690 | Zig:7    | Noticed an orb of fire
516690 | Zig:7    | Noticed an orb of fire
516692 | Zig:7    | Noticed an orb of fire
516692 | Zig:7    | Noticed an orb of fire
516692 | Zig:7    | Noticed an orb of fire
516694 | Zig:7    | Noticed an orb of fire
516694 | Zig:7    | Noticed an orb of fire
516695 | Zig:7    | Killed an orb of fire
516697 | Zig:7    | Noticed an orb of fire
516697 | Zig:7    | Noticed an orb of fire
516697 | Zig:7    | Killed an orb of fire
516698 | Zig:7    | Noticed an orb of fire
516698 | Zig:7    | Killed an orb of fire
516698 | Zig:7    | Killed an orb of fire
516698 | Zig:7    | Killed an orb of fire
516698 | Zig:7    | Killed an orb of fire
516698 | Zig:7    | Killed an orb of fire
516699 | Zig:7    | Killed an orb of fire
516700 | Zig:7    | Noticed an orb of fire
516700 | Zig:7    | Noticed an orb of fire
516700 | Zig:7    | Killed an orb of fire
516701 | Zig:7    | Noticed an orb of fire
516701 | Zig:7    | Killed an orb of fire
516702 | Zig:7    | Noticed an orb of fire
516702 | Zig:7    | Noticed an orb of fire
516702 | Zig:7    | Noticed an orb of fire
516703 | Zig:7    | Killed an orb of fire
516705 | Zig:7    | Killed an orb of fire
516706 | Zig:7    | Killed an orb of fire
516706 | Zig:7    | Killed an orb of fire
516707 | Zig:7    | Noticed an orb of fire
516707 | Zig:7    | Noticed an orb of fire
516708 | Zig:7    | Killed an orb of fire
516708 | Zig:7    | Killed an orb of fire
516708 | Zig:7    | Killed an orb of fire
516709 | Zig:7    | Noticed an orb of fire
516709 | Zig:7    | Killed an orb of fire
516709 | Zig:7    | Killed an orb of fire
516709 | Zig:7    | Killed an orb of fire
516709 | Zig:7    | Killed an orb of fire
516709 | Zig:7    | Killed an orb of fire
516709 | Zig:7    | Killed an orb of fire
516709 | Zig:7    | Killed an orb of fire
516711 | Zig:7    | Noticed an orb of fire
516711 | Zig:7    | Killed an orb of fire
516712 | Zig:7    | Noticed an orb of fire
516712 | Zig:7    | Killed an orb of fire
516713 | Zig:7    | Noticed an orb of fire
516713 | Zig:7    | Noticed an orb of fire
516713 | Zig:7    | Noticed an orb of fire
516713 | Zig:7    | Killed an orb of fire
516714 | Zig:7    | Noticed an orb of fire
516714 | Zig:7    | Noticed an orb of fire
516714 | Zig:7    | Killed an orb of fire
516715 | Zig:7    | Noticed an orb of fire
516715 | Zig:7    | Noticed an orb of fire
516715 | Zig:7    | Killed an orb of fire
516715 | Zig:7    | Killed an orb of fire
516717 | Zig:7    | Killed an orb of fire
516717 | Zig:7    | Killed an orb of fire
516717 | Zig:7    | Killed an orb of fire
516717 | Zig:7    | Killed an orb of fire
516718 | Zig:7    | Noticed an orb of fire
516718 | Zig:7    | Noticed an orb of fire
516718 | Zig:7    | Killed an orb of fire
516718 | Zig:7    | Killed an orb of fire
516719 | Zig:7    | Noticed an orb of fire
516719 | Zig:7    | Killed an orb of fire
516720 | Zig:7    | Noticed an orb of fire
516724 | Zig:7    | Killed an orb of fire
516724 | Zig:7    | Killed an orb of fire
516725 | Zig:7    | Killed an orb of fire
516725 | Zig:7    | Killed an orb of fire
516730 | Zig:7    | Killed an orb of fire
516732 | Zig:7    | Noticed an orb of fire
516732 | Zig:7    | Killed an orb of fire
516739 | Zig:7    | Killed an orb of fire
516751 | Zig:7    | Got a fine sapphire amulet
516752 | Zig:7    | Identified the amulet "Nivun" {Harm *Drain Stlth+} (You found it on level 7 of a ziggurat)
516823 | Zig:8    | Entered Level 8 of a ziggurat
516856 | Zig:8    | Got a wavering tin amulet
516857 | Zig:8    | Identified the amulet "Qiropo" {Faith rPois rN+ Stlth-} (You found it on level 8 of a ziggurat)
516860 | Zig:8    | Got a warped bronze ring
516861 | Zig:8    | Identified the ring of Divine Intervention {rElec rF- Int+7 Stlth+} (You found it on level 8 of a ziggurat)
516938 | Zig:9    | Entered Level 9 of a ziggurat
517006 | Zig:9    | Got a bound brass ring
517008 | Zig:9    | Identified the ring "Piplatep" {+Inv +Fly rPois Int+6 Dex+6} (You found it on level 9 of a ziggurat)
517062 | Zig:9    | Identified Guddasm's Grimoire of Envenoming
517063 | Zig:9    | Identified the Almanac of the Loofah
517073 | Zig:10   | Entered Level 10 of a ziggurat
517119 | Zig:10   | Got a shimmering iron amulet
517120 | Zig:10   | Identified the amulet of Gehod {Faith rElec} (You found it on level 10 of a ziggurat)
517254 | Zig:10   | Got a smoking jade ring
517256 | Zig:10   | Identified the ring "Ygiho" {rElec rF+ EV+3} (You found it on level 10 of a ziggurat)
517297 | Zig:11   | Entered Level 11 of a ziggurat
517343 | Zig:11   | Paralysed by accursed screaming for 2 turns
517358 | Zig:11   | Paralysed by accursed screaming for 2 turns
517387 | Zig:11   | Killed a starcursed mass
517470 | Zig:11   | Got a clouded lapis lazuli ring
517472 | Zig:11   | Identified the ring "Izuivoaf" {*Tele rPois rC- Int+4 Dex+3} (You found it on level 11 of a ziggurat)
517494 | Zig:11   | Got a serpentine bronze ring
517495 | Zig:11   | Identified the ring "Xollymeg" {rC+ MR+} (You found it on level 11 of a ziggurat)
517504 | Zig:11   | Got a smoking brass amulet
517505 | Zig:11   | Identified the amulet "Olepank" {Reflect rC+ Str+4 SH+2} (You found it on level 11 of a ziggurat)
517537 | Zig:12   | Entered Level 12 of a ziggurat
517601 | Zig:12   | Identified Cecixkyme's Incunabulum of the Quantum Oath
517662 | Zig:13   | Entered Level 13 of a ziggurat
517662 | Zig:13   | Noticed Vietet the pandemonium lord
517662 | Zig:13   | Noticed Coneck the pandemonium lord
517662 | Zig:13   | Noticed Pyexumar the pandemonium lord
517662 | Zig:13   | Noticed Xuzaos the pandemonium lord
517662 | Zig:13   | Noticed Nab Peze the pandemonium lord
517662 | Zig:13   | Noticed Coph the pandemonium lord
517662 | Zig:13   | Noticed Feekhle Doupn the pandemonium lord
517662 | Zig:13   | Noticed Pyafolum the pandemonium lord
517662 | Zig:13   | Noticed Kuasac the pandemonium lord
517662 | Zig:13   | Noticed Gougipt the pandemonium lord
517662 | Zig:13   | Noticed Bosoaheg the pandemonium lord
517662 | Zig:13   | Noticed Ruilew the pandemonium lord
517662 | Zig:13   | Noticed Nyufalleb the pandemonium lord
517662 | Zig:13   | Noticed Yghoyps the pandemonium lord
517662 | Zig:13   | Noticed Atu Duur the pandemonium lord
517662 | Zig:13   | Noticed Jadghofic the pandemonium lord
517662 | Zig:13   | Noticed Nuhourhe the pandemonium lord
517662 | Zig:13   | Noticed Neosk the pandemonium lord
517662 | Zig:13   | Noticed Yqob Kai the pandemonium lord
517662 | Zig:13   | Noticed Xits the pandemonium lord
517662 | Zig:13   | Noticed Luomiv the pandemonium lord
517662 | Zig:13   | Noticed Wubiz the pandemonium lord
517662 | Zig:13   | Noticed Daroer the pandemonium lord
517662 | Zig:13   | Noticed Ziumoof the pandemonium lord
517662 | Zig:13   | Noticed Kafeapt the pandemonium lord
517662 | Zig:13   | Noticed Peockos the pandemonium lord
517662 | Zig:13   | Noticed Wuoh the pandemonium lord
517662 | Zig:13   | Noticed Iclob the pandemonium lord
517662 | Zig:13   | Noticed Oragiw the pandemonium lord
517662 | Zig:13   | Noticed Ukham the pandemonium lord
517662 | Zig:13   | Noticed Date the pandemonium lord
517662 | Zig:13   | Noticed Osyargh the pandemonium lord
517662 | Zig:13   | Noticed Gaskestre the pandemonium lord
517662 | Zig:13   | Noticed Heehosa the pandemonium lord
517662 | Zig:13   | Noticed Diumogg the pandemonium lord
517662 | Zig:13   | Noticed Ovybeedwom the pandemonium lord
517662 | Zig:13   | Noticed Xosacw the pandemonium lord
517662 | Zig:13   | Noticed Ipreriab the pandemonium lord
517662 | Zig:13   | Noticed Hataw the pandemonium lord
517662 | Zig:13   | Noticed Xichodi the pandemonium lord
517662 | Zig:13   | Noticed Kepayrch the pandemonium lord
517662 | Zig:13   | Noticed Ejeulura the pandemonium lord
517662 | Zig:13   | Noticed Omucepaf the pandemonium lord
517662 | Zig:13   | Noticed Girphuhu the pandemonium lord
517662 | Zig:13   | Noticed Ocine the pandemonium lord
517664 | Zig:13   | Noticed Suineh the pandemonium lord
517664 | Zig:13   | Noticed Rygem the pandemonium lord
517664 | Zig:13   | Noticed Archyxuf the pandemonium lord
517665 | Zig:13   | Killed Ovybeedwom the pandemonium lord
517665 | Zig:13   | Killed Atu Duur the pandemonium lord
517665 | Zig:13   | Killed Nyufalleb the pandemonium lord
517665 | Zig:13   | Killed Vimm the pandemonium lord
517666 | Zig:13   | Noticed Umixudu the pandemonium lord
517666 | Zig:13   | Noticed Orobebb the pandemonium lord
517666 | Zig:13   | Killed Ipreriab the pandemonium lord
517667 | Zig:13   | Noticed Wiuworey the pandemonium lord
517667 | Zig:13   | Noticed Luirimab the pandemonium lord
517667 | Zig:13   | Noticed Wakil the pandemonium lord
517667 | Zig:13   | Killed Gougipt the pandemonium lord
517667 | Zig:13   | Killed Ruilew the pandemonium lord
517667 | Zig:13   | Killed Heehosa the pandemonium lord
517667 | Zig:13   | Killed Iclob the pandemonium lord
517667 | Zig:13   | Killed Daroer the pandemonium lord
517667 | Zig:13   | Killed Wubiz the pandemonium lord
517667 | Zig:13   | Killed Peockos the pandemonium lord
517667 | Zig:13   | Killed Kepayrch the pandemonium lord
517667 | Zig:13   | Killed Gaskestre the pandemonium lord
517667 | Zig:13   | Killed Ocine the pandemonium lord
517667 | Zig:13   | Killed Xuzaos the pandemonium lord
517667 | Zig:13   | Killed Pyexumar the pandemonium lord
517668 | Zig:13   | Noticed Weogu the pandemonium lord
517668 | Zig:13   | Noticed Morora the pandemonium lord
517668 | Zig:13   | Noticed Oxzumergh the pandemonium lord
517668 | Zig:13   | Noticed Sitosur the pandemonium lord
517668 | Zig:13   | Noticed Fuahuaz the pandemonium lord
517668 | Zig:13   | Noticed Xaolobecs the pandemonium lord
517668 | Zig:13   | Noticed Heag the pandemonium lord
517668 | Zig:13   | Killed Ukham the pandemonium lord
517668 | Zig:13   | Killed Osyargh the pandemonium lord
517668 | Zig:13   | Killed Neosk the pandemonium lord
517668 | Zig:13   | Killed Wuoh the pandemonium lord
517668 | Zig:13   | Killed Nuhourhe the pandemonium lord
517668 | Zig:13   | Killed Date the pandemonium lord
517668 | Zig:13   | Killed Jadghofic the pandemonium lord
517668 | Zig:13   | Killed Yghoyps the pandemonium lord
517669 | Zig:13   | Noticed Ataybuc the pandemonium lord
517669 | Zig:13   | Noticed Urphelody the pandemonium lord
517669 | Zig:13   | Noticed Ajat the pandemonium lord
517669 | Zig:13   | Noticed Fomenwun the pandemonium lord
517669 | Zig:13   | Noticed Ejoqe the pandemonium lord
517669 | Zig:13   | Noticed Lugeingu the pandemonium lord
517669 | Zig:13   | Noticed Qophu the pandemonium lord
517670 | Zig:13   | Noticed Zealuput the pandemonium lord
517670 | Zig:13   | Noticed Penov the pandemonium lord
517670 | Zig:13   | Noticed Xieris the pandemonium lord
517672 | Zig:13   | Noticed Atep the pandemonium lord
517674 | Zig:13   | Noticed Omot the pandemonium lord
517674 | Zig:13   | Killed Ejeulura the pandemonium lord
517675 | Zig:13   | Killed Kuasac the pandemonium lord
517675 | Zig:13   | Killed Orobebb the pandemonium lord
517676 | Zig:13   | Noticed Sonam the pandemonium lord
517679 | Zig:13   | Noticed Vaninoaz the pandemonium lord
517679 | Zig:13   | Noticed Kohoury the pandemonium lord
517679 | Zig:13   | Noticed Diolarij the pandemonium lord
517679 | Zig:13   | Noticed Ulyaklej the pandemonium lord
517679 | Zig:13   | Noticed Usickuq the pandemonium lord
517679 | Zig:13   | Noticed Ewnagafot the pandemonium lord
517679 | Zig:13   | Noticed Waitorch the pandemonium lord
517680 | Zig:13   | Noticed Oromel the pandemonium lord
517682 | Zig:13   | Noticed Jucweust the pandemonium lord
517682 | Zig:13   | Noticed Sadom the pandemonium lord
517682 | Zig:13   | Killed Wakil the pandemonium lord
517683 | Zig:13   | Killed Girphuhu the pandemonium lord
517686 | Zig:13   | Killed Coph the pandemonium lord
517686 | Zig:13   | Killed Qophu the pandemonium lord
517689 | Zig:13   | Killed Ewnagafot the pandemonium lord
517689 | Zig:13   | Killed Penov the pandemonium lord
517689 | Zig:13   | Killed Weogu the pandemonium lord
517689 | Zig:13   | Killed Archyxuf the pandemonium lord
517689 | Zig:13   | Killed Luirimab the pandemonium lord
517689 | Zig:13   | Killed Yqob Kai the pandemonium lord
517689 | Zig:13   | Killed Omucepaf the pandemonium lord
517689 | Zig:13   | Killed Bosoaheg the pandemonium lord
517689 | Zig:13   | Killed Nab Peze the pandemonium lord
517689 | Zig:13   | Killed Xits the pandemonium lord
517689 | Zig:13   | Killed Hataw the pandemonium lord
517689 | Zig:13   | Killed Xichodi the pandemonium lord
517691 | Zig:13   | Killed Vietet the pandemonium lord
517692 | Zig:13   | Killed Rygem the pandemonium lord
517692 | Zig:13   | Killed Suineh the pandemonium lord
517692 | Zig:13   | Killed Omot the pandemonium lord
517693 | Zig:13   | Killed Sitosur the pandemonium lord
517693 | Zig:13   | Killed Zealuput the pandemonium lord
517693 | Zig:13   | Killed Xosacw the pandemonium lord
517693 | Zig:13   | Killed Heag the pandemonium lord
517694 | Zig:13   | Noticed Joumaahe the pandemonium lord
517694 | Zig:13   | Killed Diumogg the pandemonium lord
517694 | Zig:13   | Killed Luomiv the pandemonium lord
517694 | Zig:13   | Killed Oragiw the pandemonium lord
517694 | Zig:13   | Killed Wiuworey the pandemonium lord
517694 | Zig:13   | Killed Sonam the pandemonium lord
517694 | Zig:13   | Killed Ataybuc the pandemonium lord
517694 | Zig:13   | Killed Pyafolum the pandemonium lord
517694 | Zig:13   | Killed Urphelody the pandemonium lord
517694 | Zig:13   | Killed Lugeingu the pandemonium lord
517694 | Zig:13   | Killed Oxzumergh the pandemonium lord
517694 | Zig:13   | Killed Waitorch the pandemonium lord
517694 | Zig:13   | Killed Atep the pandemonium lord
517695 | Zig:13   | Killed Vaninoaz the pandemonium lord
517695 | Zig:13   | Killed Xaolobecs the pandemonium lord
517695 | Zig:13   | Killed Kafeapt the pandemonium lord
517695 | Zig:13   | Killed Ajat the pandemonium lord
517696 | Zig:13   | Noticed Naczu the pandemonium lord
517696 | Zig:13   | Killed Umixudu the pandemonium lord
517696 | Zig:13   | Killed Coneck the pandemonium lord
517697 | Zig:13   | Noticed Bicretsa the pandemonium lord
517697 | Zig:13   | Killed Joumaahe the pandemonium lord
517697 | Zig:13   | Killed Ulyaklej the pandemonium lord
517697 | Zig:13   | Killed Diolarij the pandemonium lord
517697 | Zig:13   | Killed Ejoqe the pandemonium lord
517697 | Zig:13   | Killed Sadom the pandemonium lord
517697 | Zig:13   | Killed Fomenwun the pandemonium lord
517697 | Zig:13   | Killed Ziumoof the pandemonium lord
517698 | Zig:13   | Noticed Ruavul the pandemonium lord
517698 | Zig:13   | Noticed Gyrurar the pandemonium lord
517701 | Zig:13   | Noticed Ciutt the pandemonium lord
517701 | Zig:13   | Noticed Wemenimn the pandemonium lord
517702 | Zig:13   | Noticed Fogoddyh the pandemonium lord
517702 | Zig:13   | Noticed Goomanue the pandemonium lord
517702 | Zig:13   | Noticed Orrio the pandemonium lord
517702 | Zig:13   | Noticed Kuffapt the pandemonium lord
517702 | Zig:13   | Killed Usickuq the pandemonium lord
517702 | Zig:13   | Killed Fuahuaz the pandemonium lord
517703 | Zig:13   | Noticed Humala the pandemonium lord
517703 | Zig:13   | Noticed Pic Nuib the pandemonium lord
517704 | Zig:13   | Noticed Athrux the pandemonium lord
517704 | Zig:13   | Noticed Viugae the pandemonium lord
517705 | Zig:13   | Noticed Keweubarr the pandemonium lord
517705 | Zig:13   | Noticed Hyudah the pandemonium lord
517705 | Zig:13   | Killed Ruavul the pandemonium lord
517705 | Zig:13   | Killed Athrux the pandemonium lord
517706 | Zig:13   | Noticed Yziogej the pandemonium lord
517707 | Zig:13   | Noticed Zuytut Vuopy the pandemonium lord
517707 | Zig:13   | Killed Viugae the pandemonium lord
517707 | Zig:13   | Killed Oromel the pandemonium lord
517708 | Zig:13   | Noticed Agucuuc the pandemonium lord
517708 | Zig:13   | Noticed Woerchasiolu the pandemonium lord
517708 | Zig:13   | Killed Kuffapt the pandemonium lord
517709 | Zig:13   | Noticed Leumeloxt the pandemonium lord
517710 | Zig:13   | Noticed Emubb the pandemonium lord
517710 | Zig:13   | Killed Emubb the pandemonium lord
517710 | Zig:13   | Killed Orrio the pandemonium lord
517710 | Zig:13   | Killed Wemenimn the pandemonium lord
517710 | Zig:13   | Killed Zuytut Vuopy the pandemonium lord
517710 | Zig:13   | Killed Goomanue the pandemonium lord
517710 | Zig:13   | Noticed Udaw the pandemonium lord
517712 | Zig:13   | Noticed Emyrr the pandemonium lord
517712 | Zig:13   | Noticed Tesij the pandemonium lord
517712 | Zig:13   | Killed Woerchasiolu the pandemonium lord
517712 | Zig:13   | Killed Morora the pandemonium lord
517712 | Zig:13   | Killed Feekhle Doupn the pandemonium lord
517712 | Zig:13   | Killed Naczu the pandemonium lord
517712 | Zig:13   | Killed Pic Nuib the pandemonium lord
517713 | Zig:13   | Noticed Zeiqoneif the pandemonium lord
517713 | Zig:13   | Noticed Worchasu the pandemonium lord
517714 | Zig:13   | Noticed Puneh the pandemonium lord
517714 | Zig:13   | Killed Xieris the pandemonium lord
517714 | Zig:13   | Killed Leumeloxt the pandemonium lord
517714 | Zig:13   | Killed Udaw the pandemonium lord
517714 | Zig:13   | Killed Gyrurar the pandemonium lord
517714 | Zig:13   | Killed Humala the pandemonium lord
517715 | Zig:13   | Noticed Tuphemmu the pandemonium lord
517715 | Zig:13   | Killed Ciutt the pandemonium lord
517716 | Zig:13   | Noticed Kyacophong the pandemonium lord
517717 | Zig:13   | Noticed Neg Anes the pandemonium lord
517717 | Zig:13   | Noticed Udadil the pandemonium lord
517717 | Zig:13   | Noticed Oti Ikh the pandemonium lord
517717 | Zig:13   | Noticed Ryitongoog the pandemonium lord
517720 | Zig:13   | Noticed Fyfox the pandemonium lord
517720 | Zig:13   | Killed Tesij the pandemonium lord
517721 | Zig:13   | Noticed Vaip the pandemonium lord
517721 | Zig:13   | Noticed Nuinuicw the pandemonium lord
517722 | Zig:13   | Killed Udadil the pandemonium lord
517723 | Zig:13   | Noticed Ciwuq the pandemonium lord
517723 | Zig:13   | Noticed Muemmen the pandemonium lord
517723 | Zig:13   | Killed Hyudah the pandemonium lord
517724 | Zig:13   | Noticed Vontiutt the pandemonium lord
517725 | Zig:13   | Killed Keweubarr the pandemonium lord
517725 | Zig:13   | Killed Fyfox the pandemonium lord
517725 | Zig:13   | Killed Kohoury the pandemonium lord
517725 | Zig:13   | Killed Ygekkefel the pandemonium lord
517726 | Zig:13   | Noticed Weodu the pandemonium lord
517726 | Zig:13   | Noticed Jyloj the pandemonium lord
517726 | Zig:13   | Killed Emyrr the pandemonium lord
517726 | Zig:13   | Killed Kyacophong the pandemonium lord
517726 | Zig:13   | Killed Worchasu the pandemonium lord
517726 | Zig:13   | Killed Ciwuq the pandemonium lord
517726 | Zig:13   | Killed Juas the pandemonium lord
517726 | Zig:13   | Killed Zeiqoneif the pandemonium lord
517727 | Zig:13   | Noticed Piferuan the pandemonium lord
517727 | Zig:13   | Noticed Taadgh Ynupo the pandemonium lord
517728 | Zig:13   | Noticed Viedui the pandemonium lord
517728 | Zig:13   | Noticed Wajej the pandemonium lord
517728 | Zig:13   | Killed Muemmen the pandemonium lord
517728 | Zig:13   | Killed Ryitongoog the pandemonium lord
517728 | Zig:13   | Killed Yziogej the pandemonium lord
517728 | Zig:13   | Killed Neg Anes the pandemonium lord
517729 | Zig:13   | Noticed Uhempo the pandemonium lord
517729 | Zig:13   | Noticed Desympargh the pandemonium lord
517729 | Zig:13   | Noticed Mahyu the pandemonium lord
517729 | Zig:13   | Noticed Xycvinis the pandemonium lord
517729 | Zig:13   | Killed Fogoddyh the pandemonium lord
517729 | Zig:13   | Killed Piferuan the pandemonium lord
517729 | Zig:13   | Killed Agucuuc the pandemonium lord
517730 | Zig:13   | Noticed Maaskor the pandemonium lord
517732 | Zig:13   | Noticed Wutuempa the pandemonium lord
517732 | Zig:13   | Killed Maaskor the pandemonium lord
517732 | Zig:13   | Killed Nuinuicw the pandemonium lord
517732 | Zig:13   | Killed Puneh the pandemonium lord
517732 | Zig:13   | Killed Ekiynnam the pandemonium lord
517733 | Zig:13   | Noticed Vuonaar the pandemonium lord
517734 | Zig:13   | Noticed Myrgh the pandemonium lord
517734 | Zig:13   | Killed Vaip the pandemonium lord
517734 | Zig:13   | Killed Wutuempa the pandemonium lord
517734 | Zig:13   | Killed Desympargh the pandemonium lord
517734 | Zig:13   | Killed Weodu the pandemonium lord
517734 | Zig:13   | Killed Oti Ikh the pandemonium lord
517734 | Zig:13   | Killed Gaoth the pandemonium lord
517734 | Zig:13   | Killed Tuphemmu the pandemonium lord
517734 | Zig:13   | Killed Uhempo the pandemonium lord
517735 | Zig:13   | Killed Tipyj the pandemonium lord
517737 | Zig:13   | Noticed Rakkux the pandemonium lord
517737 | Zig:13   | Killed Xycvinis the pandemonium lord
517737 | Zig:13   | Killed Bicretsa the pandemonium lord
517737 | Zig:13   | Killed Vuonaar the pandemonium lord
517737 | Zig:13   | Killed Viedui the pandemonium lord
517737 | Zig:13   | Killed Cydghu the pandemonium lord
517737 | Zig:13   | Killed Wajej the pandemonium lord
517738 | Zig:13   | Noticed Aseh the pandemonium lord
517738 | Zig:13   | Noticed Biziegej the pandemonium lord
517739 | Zig:13   | Killed Kofeuqyps the pandemonium lord
517739 | Zig:13   | Killed Vontiutt the pandemonium lord
517739 | Zig:13   | Killed Biziegej the pandemonium lord
517740 | Zig:13   | Killed Myrgh the pandemonium lord
517740 | Zig:13   | Killed Jyloj the pandemonium lord
517741 | Zig:13   | Noticed Duask the pandemonium lord
517742 | Zig:13   | Noticed Fuogos the pandemonium lord
517742 | Zig:13   | Noticed Unuaxzin the pandemonium lord
517742 | Zig:13   | Noticed Efofiob the pandemonium lord
517743 | Zig:13   | Noticed Denuhaost the pandemonium lord
517743 | Zig:13   | Noticed Syleut the pandemonium lord
517743 | Zig:13   | Noticed Weaczyta the pandemonium lord
517743 | Zig:13   | Killed Taadgh Ynupo the pandemonium lord
517744 | Zig:13   | Noticed Lawk the pandemonium lord
517745 | Zig:13   | Noticed Fyalemasu the pandemonium lord
517745 | Zig:13   | Noticed Ceovuosi the pandemonium lord
517745 | Zig:13   | Killed Aseh the pandemonium lord
517745 | Zig:13   | Killed Denuhaost the pandemonium lord
517746 | Zig:13   | Noticed Nados the pandemonium lord
517746 | Zig:13   | Noticed Viquwk the pandemonium lord
517746 | Zig:13   | Killed Weaczyta the pandemonium lord
517747 | Zig:13   | Noticed Dodeaddih the pandemonium lord
517747 | Zig:13   | Killed Lawk the pandemonium lord
517747 | Zig:13   | Killed Viquwk the pandemonium lord
517747 | Zig:13   | Killed Dodeaddih the pandemonium lord
517747 | Zig:13   | Killed Unuaxzin the pandemonium lord
517747 | Zig:13   | Killed Mahyu the pandemonium lord
517748 | Zig:13   | Noticed Xechut the pandemonium lord
517748 | Zig:13   | Noticed Puaw the pandemonium lord
517748 | Zig:13   | Noticed Yxetotiwk the pandemonium lord
517749 | Zig:13   | Noticed Fasorey the pandemonium lord
517749 | Zig:13   | Noticed Soetawnenu the pandemonium lord
517749 | Zig:13   | Noticed Pecouqak the pandemonium lord
517749 | Zig:13   | Noticed Vatsuywk the pandemonium lord
517749 | Zig:13   | Noticed Bexexyme the pandemonium lord
517750 | Zig:13   | Noticed Boonet the pandemonium lord
517750 | Zig:13   | Noticed Xiash the pandemonium lord
517751 | Zig:13   | Killed Soetawnenu the pandemonium lord
517751 | Zig:13   | Killed Fuogos the pandemonium lord
517751 | Zig:13   | Killed Efofiob the pandemonium lord
517752 | Zig:13   | Noticed Irpheek the pandemonium lord
517753 | Zig:13   | Noticed Jaaviut the pandemonium lord
517757 | Zig:13   | Noticed Biax the pandemonium lord
517759 | Zig:13   | Killed Boonet the pandemonium lord
517760 | Zig:13   | Killed Duask the pandemonium lord
517761 | Zig:13   | Noticed Koipayriqe the pandemonium lord
517761 | Zig:13   | Killed Vatsuywk the pandemonium lord
517761 | Zig:13   | Killed Xechut the pandemonium lord
517761 | Zig:13   | Killed Irpheek the pandemonium lord
517762 | Zig:13   | Noticed Siuma the pandemonium lord
517762 | Zig:13   | Noticed Immed the pandemonium lord
517762 | Zig:13   | Noticed Qalur the pandemonium lord
517763 | Zig:13   | Noticed Gyhex the pandemonium lord
517763 | Zig:13   | Noticed Zinigimm the pandemonium lord
517763 | Zig:13   | Killed Nados the pandemonium lord
517763 | Zig:13   | Killed Syleut the pandemonium lord
517763 | Zig:13   | Killed Fasorey the pandemonium lord
517763 | Zig:13   | Killed Ceovuosi the pandemonium lord
517763 | Zig:13   | Killed Rakkux the pandemonium lord
517763 | Zig:13   | Killed Biax the pandemonium lord
517764 | Zig:13   | Noticed Sealoiwa the pandemonium lord
517764 | Zig:13   | Killed Yxetotiwk the pandemonium lord
517765 | Zig:13   | Killed Koipayriqe the pandemonium lord
517765 | Zig:13   | Killed Fyalemasu the pandemonium lord
517766 | Zig:13   | Noticed Ivel the pandemonium lord
517767 | Zig:13   | Killed Bexexyme the pandemonium lord
517767 | Zig:13   | Killed Jucweust the pandemonium lord
517767 | Zig:13   | Killed Siuma the pandemonium lord
517767 | Zig:13   | Killed Puaw the pandemonium lord
517769 | Zig:13   | Noticed Qebutaro the pandemonium lord
517770 | Zig:13   | Noticed Isie the pandemonium lord
517771 | Zig:13   | Noticed Bikhiebb the pandemonium lord
517771 | Zig:13   | Killed Ivel the pandemonium lord
517771 | Zig:13   | Killed Pecouqak the pandemonium lord
517771 | Zig:13   | Killed Xiash the pandemonium lord
517772 | Zig:13   | Killed Zinigimm the pandemonium lord
517772 | Zig:13   | Killed Sealoiwa the pandemonium lord
517772 | Zig:13   | Killed Immed the pandemonium lord
517772 | Zig:13   | Killed Qebutaro the pandemonium lord
517772 | Zig:13   | Killed Qalur the pandemonium lord
517774 | Zig:13   | Killed Jaaviut the pandemonium lord
517775 | Zig:13   | Noticed Unoas the pandemonium lord
517775 | Zig:13   | Noticed Juecew the pandemonium lord
517777 | Zig:13   | Noticed Nican the pandemonium lord
517777 | Zig:13   | Noticed Donat the pandemonium lord
517782 | Zig:13   | Noticed Tiaffig the pandemonium lord
517782 | Zig:13   | Killed Nican the pandemonium lord
517783 | Zig:13   | Killed Bikhiebb the pandemonium lord
517783 | Zig:13   | Killed Gyhex the pandemonium lord
517783 | Zig:13   | Killed Debuj the pandemonium lord
517784 | Zig:13   | Killed Isie the pandemonium lord
517784 | Zig:13   | Killed Unoas the pandemonium lord
517784 | Zig:13   | Killed Donat the pandemonium lord
517786 | Zig:13   | Noticed Arijaff the pandemonium lord
517789 | Zig:13   | Killed Tiaffig the pandemonium lord
517789 | Zig:13   | Killed Nianogh the pandemonium lord
517791 | Zig:13   | Killed Arijaff the pandemonium lord
517799 | Zig:13   | Killed Juecew the pandemonium lord
517863 | Zig:13   | Identified the +1 pair of gloves "Ipaec" {rPois Regen+ MP+9 Stlth+} (You found it on level 13 of a ziggurat)
517882 | Zig:13   | Got a crude lapis lazuli ring
517884 | Zig:13   | Identified the ring "Fif Jus" {rPois MR+ Str+5} (You found it on level 13 of a ziggurat)
517888 | Zig:13   | Got a steaming pewter ring
517889 | Zig:13   | Identified the ring "Saah" {-Tele EV+5 Int+4 Dex+2} (You found it on level 13 of a ziggurat)
517896 | Zig:13   | Got a twitching glass ring
517897 | Zig:13   | Identified the ring "Givifuad" {rF+ MR+} (You found it on level 13 of a ziggurat)
517976 | Zig:14   | Entered Level 14 of a ziggurat
518055 | Zig:14   | Got a wavering iron ring
518057 | Zig:14   | Identified the ring of the Stag {rElec rF+ Dex+2} (You found it on level 14 of a ziggurat)
518181 | Zig:14   | Identified the Reference Book on Venomous Confrontation
518219 | Zig:15   | Entered Level 15 of a ziggurat
518219 | Zig:15   | Noticed a greater mummy
518219 | Zig:15   | Noticed a greater mummy
518219 | Zig:15   | Noticed a greater mummy
518219 | Zig:15   | Noticed a greater mummy
518219 | Zig:15   | Noticed a greater mummy
518219 | Zig:15   | Noticed a greater mummy
518219 | Zig:15   | Noticed a greater mummy
518219 | Zig:15   | Noticed a greater mummy
518219 | Zig:15   | Noticed a greater mummy
518219 | Zig:15   | Noticed a greater mummy
518219 | Zig:15   | Noticed a greater mummy
518219 | Zig:15   | Noticed a greater mummy
518219 | Zig:15   | Noticed a greater mummy
518219 | Zig:15   | Noticed a greater mummy
518219 | Zig:15   | Noticed a greater mummy
518219 | Zig:15   | Noticed a greater mummy
518221 | Zig:15   | Noticed a greater mummy
518221 | Zig:15   | Noticed a greater mummy
518221 | Zig:15   | Noticed a greater mummy
518221 | Zig:15   | Noticed a greater mummy
518221 | Zig:15   | Killed a greater mummy
518221 | Zig:15   | Killed a greater mummy
518221 | Zig:15   | Killed a greater mummy
518221 | Zig:15   | Killed a greater mummy
518221 | Zig:15   | Killed a greater mummy
518221 | Zig:15   | Killed a greater mummy
518221 | Zig:15   | Killed a greater mummy
518222 | Zig:15   | Noticed a greater mummy
518222 | Zig:15   | Killed a greater mummy
518222 | Zig:15   | Killed a greater mummy
518222 | Zig:15   | Killed a greater mummy
518222 | Zig:15   | Killed a greater mummy
518223 | Zig:15   | Noticed a greater mummy
518223 | Zig:15   | Killed a greater mummy
518223 | Zig:15   | Killed a greater mummy
518223 | Zig:15   | Killed a greater mummy
518224 | Zig:15   | Noticed a greater mummy
518224 | Zig:15   | Noticed a greater mummy
518224 | Zig:15   | Killed a greater mummy
518224 | Zig:15   | Killed a greater mummy
518224 | Zig:15   | Killed a greater mummy
518224 | Zig:15   | Killed a greater mummy
518224 | Zig:15   | Killed a greater mummy
518225 | Zig:15   | Noticed a greater mummy
518225 | Zig:15   | Noticed a greater mummy
518225 | Zig:15   | Noticed a greater mummy
518225 | Zig:15   | Killed a greater mummy
518225 | Zig:15   | Killed a greater mummy
518225 | Zig:15   | Killed a greater mummy
518226 | Zig:15   | Noticed a greater mummy
518226 | Zig:15   | Noticed a greater mummy
518226 | Zig:15   | Noticed a greater mummy
518227 | Zig:15   | Killed a greater mummy
518227 | Zig:15   | Killed a greater mummy
518227 | Zig:15   | Killed a greater mummy
518228 | Zig:15   | Noticed a greater mummy
518228 | Zig:15   | Noticed a greater mummy
518228 | Zig:15   | Noticed a greater mummy
518228 | Zig:15   | Killed a greater mummy
518228 | Zig:15   | Killed a greater mummy
518229 | Zig:15   | Noticed a greater mummy
518229 | Zig:15   | Noticed a greater mummy
518229 | Zig:15   | Killed a greater mummy
518230 | Zig:15   | Noticed a greater mummy
518230 | Zig:15   | Killed a greater mummy
518231 | Zig:15   | Noticed a greater mummy
518231 | Zig:15   | Noticed a greater mummy
518231 | Zig:15   | Noticed a greater mummy
518231 | Zig:15   | Killed a greater mummy
518232 | Zig:15   | Noticed a greater mummy
518232 | Zig:15   | Noticed a greater mummy
518232 | Zig:15   | Noticed a greater mummy
518232 | Zig:15   | Noticed a greater mummy
518232 | Zig:15   | Noticed a greater mummy
518233 | Zig:15   | Killed a greater mummy
518233 | Zig:15   | Killed a greater mummy
518233 | Zig:15   | Killed a greater mummy
518233 | Zig:15   | Killed a greater mummy
518233 | Zig:15   | Killed a greater mummy
518234 | Zig:15   | Noticed a greater mummy
518234 | Zig:15   | Noticed a greater mummy
518234 | Zig:15   | Killed a greater mummy
518234 | Zig:15   | Killed a greater mummy
518235 | Zig:15   | Killed a greater mummy
518235 | Zig:15   | Killed a greater mummy
518235 | Zig:15   | Killed a greater mummy
518236 | Zig:15   | Noticed a greater mummy
518236 | Zig:15   | Noticed a greater mummy
518236 | Zig:15   | Noticed a greater mummy
518236 | Zig:15   | Killed a greater mummy
518236 | Zig:15   | Killed a greater mummy
518236 | Zig:15   | Killed a greater mummy
518236 | Zig:15   | Killed a greater mummy
518237 | Zig:15   | Noticed a greater mummy
518237 | Zig:15   | Noticed a greater mummy
518237 | Zig:15   | Noticed a greater mummy
518237 | Zig:15   | Noticed a greater mummy
518237 | Zig:15   | Noticed a greater mummy
518238 | Zig:15   | Noticed a greater mummy
518238 | Zig:15   | Noticed a greater mummy
518238 | Zig:15   | Noticed a greater mummy
518238 | Zig:15   | Noticed a greater mummy
518238 | Zig:15   | Noticed a greater mummy
518239 | Zig:15   | Noticed a greater mummy
518239 | Zig:15   | Noticed a greater mummy
518239 | Zig:15   | Noticed a greater mummy
518240 | Zig:15   | Killed a greater mummy
518240 | Zig:15   | Killed a greater mummy
518240 | Zig:15   | Killed a greater mummy
518240 | Zig:15   | Killed a greater mummy
518240 | Zig:15   | Killed a greater mummy
518241 | Zig:15   | Killed a greater mummy
518241 | Zig:15   | Killed a greater mummy
518241 | Zig:15   | Killed a greater mummy
518242 | Zig:15   | Killed a greater mummy
518242 | Zig:15   | Killed a greater mummy
518243 | Zig:15   | Killed a greater mummy
518243 | Zig:15   | Killed a greater mummy
518243 | Zig:15   | Killed a greater mummy
518243 | Zig:15   | Killed a greater mummy
518243 | Zig:15   | Killed a greater mummy
518243 | Zig:15   | Killed a greater mummy
518244 | Zig:15   | Noticed a greater mummy
518244 | Zig:15   | Killed a greater mummy
518244 | Zig:15   | Killed a greater mummy
518245 | Zig:15   | Noticed a greater mummy
518245 | Zig:15   | Noticed a greater mummy
518245 | Zig:15   | Noticed a greater mummy
518246 | Zig:15   | Noticed a greater mummy
518246 | Zig:15   | Noticed a greater mummy
518247 | Zig:15   | Killed a greater mummy
518249 | Zig:15   | Noticed a greater mummy
518249 | Zig:15   | Killed a greater mummy
518249 | Zig:15   | Killed a greater mummy
518249 | Zig:15   | Killed a greater mummy
518250 | Zig:15   | Killed a greater mummy
518253 | Zig:15   | Killed a greater mummy
518253 | Zig:15   | Killed a greater mummy
518274 | Zig:15   | Got a wavering golden amulet
518275 | Zig:15   | Identified the amulet "Somygo" {rN+ Regen+ Slay+3} (You found it on level 15 of a ziggurat)
518292 | Zig:15   | Got a translucent platinum ring
518294 | Zig:15   | Identified the ring of the Good {rPois rF+ MR- Dex+5} (You found it on level 15 of a ziggurat)
518299 | Zig:15   | Got a brightly glowing lapis lazuli ring
518300 | Zig:15   | Identified the ring of Aseoz {*Tele +Fly Int+3} (You found it on level 15 of a ziggurat)
518389 | Zig:16   | Entered Level 16 of a ziggurat
518389 | Zig:16   | Noticed an ancient lich
518389 | Zig:16   | Noticed an ancient lich
518389 | Zig:16   | Noticed an ancient lich
518389 | Zig:16   | Noticed an ancient lich
518389 | Zig:16   | Noticed an ancient lich
518389 | Zig:16   | Noticed an ancient lich
518389 | Zig:16   | Noticed an ancient lich
518389 | Zig:16   | Noticed an ancient lich
518389 | Zig:16   | Noticed an ancient lich
518389 | Zig:16   | Noticed an ancient lich
518389 | Zig:16   | Noticed an ancient lich
518389 | Zig:16   | Noticed an ancient lich
518389 | Zig:16   | Noticed an ancient lich
518389 | Zig:16   | Noticed an ancient lich
518389 | Zig:16   | Noticed an ancient lich
518389 | Zig:16   | Noticed an ancient lich
518389 | Zig:16   | Noticed an ancient lich
518389 | Zig:16   | Noticed an ancient lich
518389 | Zig:16   | Noticed an ancient lich
518389 | Zig:16   | Noticed an ancient lich
518390 | Zig:16   | Killed an ancient lich
518390 | Zig:16   | Killed an ancient lich
518390 | Zig:16   | Killed an ancient lich
518390 | Zig:16   | Killed an ancient lich
518390 | Zig:16   | Killed an ancient lich
518391 | Zig:16   | Noticed an ancient lich
518391 | Zig:16   | Noticed an ancient lich
518391 | Zig:16   | Noticed an ancient lich
518391 | Zig:16   | Noticed an ancient lich
518391 | Zig:16   | Noticed an ancient lich
518391 | Zig:16   | Killed an ancient lich
518391 | Zig:16   | Killed an ancient lich
518391 | Zig:16   | Killed an ancient lich
518391 | Zig:16   | Killed an ancient lich
518391 | Zig:16   | Killed an ancient lich
518391 | Zig:16   | Killed an ancient lich
518391 | Zig:16   | Killed an ancient lich
518391 | Zig:16   | Killed an ancient lich
518391 | Zig:16   | Killed an ancient lich
518391 | Zig:16   | Killed an ancient lich
518391 | Zig:16   | Killed an ancient lich
518391 | Zig:16   | Killed an ancient lich
518391 | Zig:16   | Killed an ancient lich
518391 | Zig:16   | Killed an ancient lich
518392 | Zig:16   | Noticed an ancient lich
518392 | Zig:16   | Noticed an ancient lich
518392 | Zig:16   | Noticed an ancient lich
518392 | Zig:16   | Noticed an ancient lich
518392 | Zig:16   | Noticed an ancient lich
518392 | Zig:16   | Noticed an ancient lich
518392 | Zig:16   | Noticed an ancient lich
518393 | Zig:16   | Noticed an ancient lich
518393 | Zig:16   | Noticed an ancient lich
518393 | Zig:16   | Noticed an ancient lich
518394 | Zig:16   | Noticed an ancient lich
518394 | Zig:16   | Killed an ancient lich
518394 | Zig:16   | Killed an ancient lich
518395 | Zig:16   | Noticed an ancient lich
518395 | Zig:16   | Noticed an ancient lich
518395 | Zig:16   | Noticed an ancient lich
518395 | Zig:16   | Killed an ancient lich
518395 | Zig:16   | Killed an ancient lich
518395 | Zig:16   | Killed an ancient lich
518395 | Zig:16   | Killed an ancient lich
518395 | Zig:16   | Killed an ancient lich
518395 | Zig:16   | Killed an ancient lich
518395 | Zig:16   | Killed an ancient lich
518395 | Zig:16   | Killed an ancient lich
518395 | Zig:16   | Killed an ancient lich
518395 | Zig:16   | Killed an ancient lich
518395 | Zig:16   | Killed an ancient lich
518395 | Zig:16   | Killed an ancient lich
518395 | Zig:16   | Noticed an ancient lich
518396 | Zig:16   | Noticed an ancient lich
518396 | Zig:16   | Noticed an ancient lich
518396 | Zig:16   | Noticed an ancient lich
518396 | Zig:16   | Noticed an ancient lich
518396 | Zig:16   | Noticed an ancient lich
518396 | Zig:16   | Noticed an ancient lich
518396 | Zig:16   | Noticed an ancient lich
518396 | Zig:16   | Noticed an ancient lich
518396 | Zig:16   | Noticed an ancient lich
518396 | Zig:16   | Killed an ancient lich
518396 | Zig:16   | Killed an ancient lich
518397 | Zig:16   | Noticed an ancient lich
518397 | Zig:16   | Noticed an ancient lich
518397 | Zig:16   | Noticed an ancient lich
518397 | Zig:16   | Killed an ancient lich
518397 | Zig:16   | Killed an ancient lich
518397 | Zig:16   | Killed an ancient lich
518398 | Zig:16   | Noticed an ancient lich
518398 | Zig:16   | Noticed an ancient lich
518398 | Zig:16   | Noticed an ancient lich
518398 | Zig:16   | Killed an ancient lich
518398 | Zig:16   | Killed an ancient lich
518398 | Zig:16   | Killed an ancient lich
518398 | Zig:16   | Killed an ancient lich
518398 | Zig:16   | Killed an ancient lich
518399 | Zig:16   | Noticed an ancient lich
518399 | Zig:16   | Noticed an ancient lich
518399 | Zig:16   | Noticed an ancient lich
518399 | Zig:16   | Noticed an ancient lich
518399 | Zig:16   | Noticed an ancient lich
518399 | Zig:16   | Noticed an ancient lich
518399 | Zig:16   | Noticed an ancient lich
518399 | Zig:16   | Killed an ancient lich
518400 | Zig:16   | Noticed an ancient lich
518400 | Zig:16   | Noticed an ancient lich
518400 | Zig:16   | Noticed an ancient lich
518400 | Zig:16   | Noticed an ancient lich
518400 | Zig:16   | Noticed an ancient lich
518400 | Zig:16   | Noticed an ancient lich
518400 | Zig:16   | Noticed an ancient lich
518401 | Zig:16   | Noticed an ancient lich
518401 | Zig:16   | Noticed an ancient lich
518401 | Zig:16   | Killed an ancient lich
518401 | Zig:16   | Killed an ancient lich
518401 | Zig:16   | Killed an ancient lich
518401 | Zig:16   | Killed an ancient lich
518401 | Zig:16   | Killed an ancient lich
518401 | Zig:16   | Killed an ancient lich
518401 | Zig:16   | Killed an ancient lich
518401 | Zig:16   | Killed an ancient lich
518401 | Zig:16   | Killed an ancient lich
518401 | Zig:16   | Killed an ancient lich
518401 | Zig:16   | Killed an ancient lich
518401 | Zig:16   | Killed an ancient lich
518401 | Zig:16   | Killed an ancient lich
518401 | Zig:16   | Killed an ancient lich
518401 | Zig:16   | Killed an ancient lich
518402 | Zig:16   | Noticed an ancient lich
518402 | Zig:16   | Noticed an ancient lich
518402 | Zig:16   | Noticed an ancient lich
518402 | Zig:16   | Noticed an ancient lich
518402 | Zig:16   | Noticed an ancient lich
518402 | Zig:16   | Noticed an ancient lich
518402 | Zig:16   | Noticed an ancient lich
518403 | Zig:16   | Noticed an ancient lich
518403 | Zig:16   | Killed an ancient lich
518403 | Zig:16   | Killed an ancient lich
518403 | Zig:16   | Killed an ancient lich
518403 | Zig:16   | Killed an ancient lich
518403 | Zig:16   | Killed an ancient lich
518403 | Zig:16   | Killed an ancient lich
518403 | Zig:16   | Killed an ancient lich
518403 | Zig:16   | Killed an ancient lich
518403 | Zig:16   | Killed an ancient lich
518403 | Zig:16   | Killed an ancient lich
518403 | Zig:16   | Killed an ancient lich
518403 | Zig:16   | Killed an ancient lich
518404 | Zig:16   | Noticed an ancient lich
518404 | Zig:16   | Noticed an ancient lich
518404 | Zig:16   | Noticed an ancient lich
518404 | Zig:16   | Noticed an ancient lich
518404 | Zig:16   | Noticed an ancient lich
518404 | Zig:16   | Noticed an ancient lich
518404 | Zig:16   | Noticed an ancient lich
518404 | Zig:16   | Noticed an ancient lich
518405 | Zig:16   | Noticed an ancient lich
518405 | Zig:16   | Noticed an ancient lich
518405 | Zig:16   | Noticed an ancient lich
518405 | Zig:16   | Killed an ancient lich
518405 | Zig:16   | Killed an ancient lich
518405 | Zig:16   | Killed an ancient lich
518405 | Zig:16   | Killed an ancient lich
518405 | Zig:16   | Noticed an ancient lich
518406 | Zig:16   | Noticed an ancient lich
518406 | Zig:16   | Noticed an ancient lich
518407 | Zig:16   | Noticed an ancient lich
518407 | Zig:16   | Noticed an ancient lich
518407 | Zig:16   | Noticed an ancient lich
518407 | Zig:16   | Noticed an ancient lich
518407 | Zig:16   | Noticed an ancient lich
518407 | Zig:16   | Noticed an ancient lich
518407 | Zig:16   | Killed an ancient lich
518407 | Zig:16   | Killed an ancient lich
518407 | Zig:16   | Killed an ancient lich
518408 | Zig:16   | Noticed an ancient lich
518408 | Zig:16   | Noticed an ancient lich
518408 | Zig:16   | Noticed an ancient lich
518408 | Zig:16   | Noticed an ancient lich
518408 | Zig:16   | Noticed an ancient lich
518408 | Zig:16   | Noticed an ancient lich
518408 | Zig:16   | Killed an ancient lich
518408 | Zig:16   | Killed an ancient lich
518408 | Zig:16   | Killed an ancient lich
518408 | Zig:16   | Killed an ancient lich
518408 | Zig:16   | Killed an ancient lich
518408 | Zig:16   | Noticed an ancient lich
518409 | Zig:16   | Noticed an ancient lich
518409 | Zig:16   | Noticed an ancient lich
518409 | Zig:16   | Noticed an ancient lich
518409 | Zig:16   | Noticed an ancient lich
518409 | Zig:16   | Noticed an ancient lich
518409 | Zig:16   | Noticed an ancient lich
518409 | Zig:16   | Noticed an ancient lich
518409 | Zig:16   | Noticed an ancient lich
518409 | Zig:16   | Killed an ancient lich
518409 | Zig:16   | Killed an ancient lich
518409 | Zig:16   | Killed an ancient lich
518409 | Zig:16   | Killed an ancient lich
518409 | Zig:16   | Killed an ancient lich
518409 | Zig:16   | Killed an ancient lich
518409 | Zig:16   | Killed an ancient lich
518409 | Zig:16   | Killed an ancient lich
518409 | Zig:16   | Killed an ancient lich
518410 | Zig:16   | Noticed an ancient lich
518410 | Zig:16   | Noticed an ancient lich
518410 | Zig:16   | Noticed an ancient lich
518410 | Zig:16   | Noticed an ancient lich
518410 | Zig:16   | Noticed an ancient lich
518410 | Zig:16   | Noticed an ancient lich
518410 | Zig:16   | Noticed an ancient lich
518411 | Zig:16   | Noticed an ancient lich
518411 | Zig:16   | Noticed an ancient lich
518411 | Zig:16   | Killed an ancient lich
518411 | Zig:16   | Killed an ancient lich
518411 | Zig:16   | Killed an ancient lich
518411 | Zig:16   | Killed an ancient lich
518411 | Zig:16   | Killed an ancient lich
518411 | Zig:16   | Killed an ancient lich
518411 | Zig:16   | Killed an ancient lich
518411 | Zig:16   | Killed an ancient lich
518411 | Zig:16   | Killed an ancient lich
518411 | Zig:16   | Killed an ancient lich
518411 | Zig:16   | Killed an ancient lich
518411 | Zig:16   | Killed an ancient lich
518411 | Zig:16   | Killed an ancient lich
518411 | Zig:16   | Killed an ancient lich
518411 | Zig:16   | Killed an ancient lich
518411 | Zig:16   | Killed an ancient lich
518411 | Zig:16   | Killed an ancient lich
518412 | Zig:16   | Noticed an ancient lich
518412 | Zig:16   | Noticed an ancient lich
518412 | Zig:16   | Noticed an ancient lich
518412 | Zig:16   | Noticed an ancient lich
518412 | Zig:16   | Killed an ancient lich
518412 | Zig:16   | Killed an ancient lich
518412 | Zig:16   | Killed an ancient lich
518412 | Zig:16   | Killed an ancient lich
518412 | Zig:16   | Killed an ancient lich
518412 | Zig:16   | Killed an ancient lich
518412 | Zig:16   | Killed an ancient lich
518412 | Zig:16   | Killed an ancient lich
518412 | Zig:16   | Killed an ancient lich
518412 | Zig:16   | Killed an ancient lich
518412 | Zig:16   | Killed an ancient lich
518412 | Zig:16   | Killed an ancient lich
518412 | Zig:16   | Killed an ancient lich
518412 | Zig:16   | Killed an ancient lich
518413 | Zig:16   | Noticed an ancient lich
518413 | Zig:16   | Noticed an ancient lich
518413 | Zig:16   | Noticed an ancient lich
518414 | Zig:16   | Noticed an ancient lich
518414 | Zig:16   | Noticed an ancient lich
518414 | Zig:16   | Noticed an ancient lich
518414 | Zig:16   | Noticed an ancient lich
518415 | Zig:16   | Noticed an ancient lich
518416 | Zig:16   | Noticed an ancient lich
518416 | Zig:16   | Killed an ancient lich
518417 | Zig:16   | Noticed an ancient lich
518417 | Zig:16   | Killed an ancient lich
518418 | Zig:16   | Killed an ancient lich
518418 | Zig:16   | Killed an ancient lich
518418 | Zig:16   | Killed an ancient lich
518418 | Zig:16   | Killed an ancient lich
518419 | Zig:16   | Killed an ancient lich
518420 | Zig:16   | Noticed an ancient lich
518420 | Zig:16   | Noticed an ancient lich
518420 | Zig:16   | Killed an ancient lich
518420 | Zig:16   | Killed an ancient lich
518420 | Zig:16   | Killed an ancient lich
518420 | Zig:16   | Killed an ancient lich
518420 | Zig:16   | Killed an ancient lich
518421 | Zig:16   | Noticed an ancient lich
518421 | Zig:16   | Noticed an ancient lich
518422 | Zig:16   | Noticed an ancient lich
518423 | Zig:16   | Killed an ancient lich
518423 | Zig:16   | Killed an ancient lich
518423 | Zig:16   | Killed an ancient lich
518423 | Zig:16   | Killed an ancient lich
518423 | Zig:16   | Killed an ancient lich
518423 | Zig:16   | Killed an ancient lich
518424 | Zig:16   | Noticed an ancient lich
518424 | Zig:16   | Noticed an ancient lich
518424 | Zig:16   | Noticed an ancient lich
518425 | Zig:16   | Noticed an ancient lich
518425 | Zig:16   | Noticed an ancient lich
518426 | Zig:16   | Killed an ancient lich
518427 | Zig:16   | Killed an ancient lich
518427 | Zig:16   | Killed an ancient lich
518428 | Zig:16   | Killed an ancient lich
518428 | Zig:16   | Killed an ancient lich
518429 | Zig:16   | Killed an ancient lich
518572 | Zig:16   | Got a warped copper amulet
518573 | Zig:16   | Identified the amulet "Deemigo" {+Inv rF- rN+++ Regen+ Dex-4} (You found it on level 16 of a ziggurat)
518604 | Zig:16   | Identified the +9 ice dragon scales of Cajidyic {rF- rC++ rCorr} (You found it on level 16 of a ziggurat)
518645 | Zig:17   | Entered Level 17 of a ziggurat
518695 | Zig:17   | Identified the Almanac of the Earthen Snowflakes
518814 | Zig:18   | Entered Level 18 of a ziggurat
518851 | Zig:18   | Identified the Collected Works on Shape Shifting
518890 | Zig:18   | Identified the Reference Book on Dark Secrets
518896 | Zig:18   | Got a heavily runed steel ring
518898 | Zig:18   | Identified the ring "Coollad" {rF+ rN+ Slay+3} (You found it on level 18 of a ziggurat)
518923 | Zig:18   | Got a twitching golden ring
518924 | Zig:18   | Identified the ring "Souso" {+Blink rF+ Str+3 SInv Stlth+} (You found it on level 18 of a ziggurat)
518941 | Zig:18   | Got a smoking granite ring
518942 | Zig:18   | Identified the ring "Zaatoc" {rCorr rPois} (You found it on level 18 of a ziggurat)
519184 | Zig:19   | Entered Level 19 of a ziggurat
519184 | Zig:19   | Noticed a juggernaut
519184 | Zig:19   | Noticed a juggernaut
519184 | Zig:19   | Noticed a juggernaut
519184 | Zig:19   | Noticed a juggernaut
519184 | Zig:19   | Noticed a juggernaut
519184 | Zig:19   | Noticed a juggernaut
519184 | Zig:19   | Noticed a juggernaut
519184 | Zig:19   | Noticed a juggernaut
519184 | Zig:19   | Noticed a juggernaut
519184 | Zig:19   | Noticed a juggernaut
519184 | Zig:19   | Noticed a juggernaut
519184 | Zig:19   | Noticed a juggernaut
519184 | Zig:19   | Noticed a juggernaut
519184 | Zig:19   | Noticed a juggernaut
519184 | Zig:19   | Noticed a juggernaut
519184 | Zig:19   | Noticed a juggernaut
519184 | Zig:19   | Noticed a juggernaut
519184 | Zig:19   | Noticed a juggernaut
519184 | Zig:19   | Noticed a juggernaut
519184 | Zig:19   | Noticed a juggernaut
519184 | Zig:19   | Noticed a juggernaut
519186 | Zig:19   | Noticed a juggernaut
519186 | Zig:19   | Noticed a juggernaut
519186 | Zig:19   | Noticed a juggernaut
519186 | Zig:19   | Noticed a juggernaut
519186 | Zig:19   | Noticed a juggernaut
519186 | Zig:19   | Noticed a juggernaut
519186 | Zig:19   | Noticed a juggernaut
519186 | Zig:19   | Killed a juggernaut
519186 | Zig:19   | Killed a juggernaut
519186 | Zig:19   | Killed a juggernaut
519186 | Zig:19   | Killed a juggernaut
519186 | Zig:19   | Killed a juggernaut
519186 | Zig:19   | Killed a juggernaut
519186 | Zig:19   | Killed a juggernaut
519186 | Zig:19   | Killed a juggernaut
519186 | Zig:19   | Killed a juggernaut
519186 | Zig:19   | Killed a juggernaut
519186 | Zig:19   | Killed a juggernaut
519186 | Zig:19   | Killed a juggernaut
519186 | Zig:19   | Killed a juggernaut
519186 | Zig:19   | Killed a juggernaut
519186 | Zig:19   | Killed a juggernaut
519186 | Zig:19   | Killed a juggernaut
519187 | Zig:19   | Noticed a juggernaut
519187 | Zig:19   | Noticed a juggernaut
519187 | Zig:19   | Noticed a juggernaut
519187 | Zig:19   | Noticed a juggernaut
519187 | Zig:19   | Noticed a juggernaut
519187 | Zig:19   | Noticed a juggernaut
519188 | Zig:19   | Killed a juggernaut
519188 | Zig:19   | Killed a juggernaut
519188 | Zig:19   | Noticed a juggernaut
519189 | Zig:19   | Noticed a juggernaut
519189 | Zig:19   | Noticed a juggernaut
519189 | Zig:19   | Noticed a juggernaut
519189 | Zig:19   | Noticed a juggernaut
519189 | Zig:19   | Killed a juggernaut
519189 | Zig:19   | Killed a juggernaut
519190 | Zig:19   | Noticed a juggernaut
519190 | Zig:19   | Killed a juggernaut
519190 | Zig:19   | Killed a juggernaut
519190 | Zig:19   | Killed a juggernaut
519190 | Zig:19   | Killed a juggernaut
519190 | Zig:19   | Killed a juggernaut
519191 | Zig:19   | Noticed a juggernaut
519191 | Zig:19   | Noticed a juggernaut
519191 | Zig:19   | Noticed a juggernaut
519191 | Zig:19   | Noticed a juggernaut
519191 | Zig:19   | Noticed a juggernaut
519191 | Zig:19   | Noticed a juggernaut
519191 | Zig:19   | Noticed a juggernaut
519191 | Zig:19   | Noticed a juggernaut
519191 | Zig:19   | Killed a juggernaut
519191 | Zig:19   | Killed a juggernaut
519191 | Zig:19   | Killed a juggernaut
519191 | Zig:19   | Killed a juggernaut
519191 | Zig:19   | Killed a juggernaut
519192 | Zig:19   | Noticed a juggernaut
519192 | Zig:19   | Noticed a juggernaut
519192 | Zig:19   | Noticed a juggernaut
519192 | Zig:19   | Noticed a juggernaut
519192 | Zig:19   | Noticed a juggernaut
519192 | Zig:19   | Noticed a juggernaut
519192 | Zig:19   | Noticed a juggernaut
519192 | Zig:19   | Noticed a juggernaut
519192 | Zig:19   | Killed a juggernaut
519192 | Zig:19   | Killed a juggernaut
519192 | Zig:19   | Killed a juggernaut
519192 | Zig:19   | Killed a juggernaut
519192 | Zig:19   | Killed a juggernaut
519192 | Zig:19   | Killed a juggernaut
519192 | Zig:19   | Killed a juggernaut
519192 | Zig:19   | Killed a juggernaut
519193 | Zig:19   | Noticed a juggernaut
519193 | Zig:19   | Noticed a juggernaut
519193 | Zig:19   | Noticed a juggernaut
519193 | Zig:19   | Noticed a juggernaut
519193 | Zig:19   | Killed a juggernaut
519194 | Zig:19   | Noticed a juggernaut
519194 | Zig:19   | Noticed a juggernaut
519194 | Zig:19   | Noticed a juggernaut
519194 | Zig:19   | Noticed a juggernaut
519194 | Zig:19   | Noticed a juggernaut
519194 | Zig:19   | Noticed a juggernaut
519195 | Zig:19   | Noticed a juggernaut
519195 | Zig:19   | Noticed a juggernaut
519195 | Zig:19   | Killed a juggernaut
519195 | Zig:19   | Killed a juggernaut
519195 | Zig:19   | Killed a juggernaut
519195 | Zig:19   | Killed a juggernaut
519195 | Zig:19   | Killed a juggernaut
519195 | Zig:19   | Killed a juggernaut
519195 | Zig:19   | Killed a juggernaut
519195 | Zig:19   | Killed a juggernaut
519195 | Zig:19   | Killed a juggernaut
519195 | Zig:19   | Killed a juggernaut
519195 | Zig:19   | Killed a juggernaut
519196 | Zig:19   | Noticed a juggernaut
519196 | Zig:19   | Noticed a juggernaut
519196 | Zig:19   | Noticed a juggernaut
519196 | Zig:19   | Killed a juggernaut
519196 | Zig:19   | Killed a juggernaut
519196 | Zig:19   | Killed a juggernaut
519196 | Zig:19   | Killed a juggernaut
519196 | Zig:19   | Killed a juggernaut
519196 | Zig:19   | Killed a juggernaut
519196 | Zig:19   | Killed a juggernaut
519196 | Zig:19   | Killed a juggernaut
519196 | Zig:19   | Killed a juggernaut
519196 | Zig:19   | Killed a juggernaut
519196 | Zig:19   | Killed a juggernaut
519196 | Zig:19   | Killed a juggernaut
519196 | Zig:19   | Killed a juggernaut
519196 | Zig:19   | Killed a juggernaut
519196 | Zig:19   | Killed a juggernaut
519197 | Zig:19   | Noticed a juggernaut
519197 | Zig:19   | Noticed a juggernaut
519197 | Zig:19   | Noticed a juggernaut
519197 | Zig:19   | Noticed a juggernaut
519197 | Zig:19   | Noticed a juggernaut
519198 | Zig:19   | Noticed a juggernaut
519198 | Zig:19   | Noticed a juggernaut
519198 | Zig:19   | Noticed a juggernaut
519198 | Zig:19   | Noticed a juggernaut
519198 | Zig:19   | Noticed a juggernaut
519199 | Zig:19   | Noticed a juggernaut
519199 | Zig:19   | Killed a juggernaut
519199 | Zig:19   | Killed a juggernaut
519199 | Zig:19   | Killed a juggernaut
519199 | Zig:19   | Killed a juggernaut
519199 | Zig:19   | Killed a juggernaut
519199 | Zig:19   | Noticed a juggernaut
519200 | Zig:19   | Noticed a juggernaut
519200 | Zig:19   | Noticed a juggernaut
519200 | Zig:19   | Noticed a juggernaut
519200 | Zig:19   | Noticed a juggernaut
519200 | Zig:19   | Noticed a juggernaut
519201 | Zig:19   | Noticed a juggernaut
519201 | Zig:19   | Noticed a juggernaut
519202 | Zig:19   | Noticed a juggernaut
519202 | Zig:19   | Noticed a juggernaut
519202 | Zig:19   | Noticed a juggernaut
519202 | Zig:19   | Killed a juggernaut
519202 | Zig:19   | Killed a juggernaut
519202 | Zig:19   | Killed a juggernaut
519202 | Zig:19   | Killed a juggernaut
519202 | Zig:19   | Noticed a juggernaut
519203 | Zig:19   | Noticed a juggernaut
519203 | Zig:19   | Killed a juggernaut
519203 | Zig:19   | Killed a juggernaut
519203 | Zig:19   | Killed a juggernaut
519204 | Zig:19   | Noticed a juggernaut
519204 | Zig:19   | Noticed a juggernaut
519204 | Zig:19   | Killed a juggernaut
519204 | Zig:19   | Killed a juggernaut
519204 | Zig:19   | Killed a juggernaut
519205 | Zig:19   | Noticed a juggernaut
519205 | Zig:19   | Noticed a juggernaut
519205 | Zig:19   | Noticed a juggernaut
519205 | Zig:19   | Noticed a juggernaut
519205 | Zig:19   | Noticed a juggernaut
519205 | Zig:19   | Noticed a juggernaut
519205 | Zig:19   | Killed a juggernaut
519205 | Zig:19   | Killed a juggernaut
519205 | Zig:19   | Killed a juggernaut
519205 | Zig:19   | Killed a juggernaut
519206 | Zig:19   | Noticed a juggernaut
519206 | Zig:19   | Noticed a juggernaut
519206 | Zig:19   | Noticed a juggernaut
519206 | Zig:19   | Noticed a juggernaut
519206 | Zig:19   | Noticed a juggernaut
519206 | Zig:19   | Noticed a juggernaut
519206 | Zig:19   | Killed a juggernaut
519206 | Zig:19   | Killed a juggernaut
519206 | Zig:19   | Killed a juggernaut
519206 | Zig:19   | Killed a juggernaut
519206 | Zig:19   | Killed a juggernaut
519206 | Zig:19   | Killed a juggernaut
519206 | Zig:19   | Killed a juggernaut
519206 | Zig:19   | Killed a juggernaut
519206 | Zig:19   | Killed a juggernaut
519206 | Zig:19   | Killed a juggernaut
519206 | Zig:19   | Noticed a juggernaut
519206 | Zig:19   | Noticed a juggernaut
519206 | Zig:19   | Noticed a juggernaut
519206 | Zig:19   | Noticed a juggernaut
519206 | Zig:19   | Noticed a juggernaut
519206 | Zig:19   | Noticed a juggernaut
519206 | Zig:19   | Noticed a juggernaut
519206 | Zig:19   | Noticed a juggernaut
519207 | Zig:19   | Noticed a juggernaut
519207 | Zig:19   | Noticed a juggernaut
519207 | Zig:19   | Noticed a juggernaut
519207 | Zig:19   | Noticed a juggernaut
519207 | Zig:19   | Noticed a juggernaut
519207 | Zig:19   | Noticed a juggernaut
519207 | Zig:19   | Noticed a juggernaut
519207 | Zig:19   | Noticed a juggernaut
519207 | Zig:19   | Noticed a juggernaut
519207 | Zig:19   | Noticed a juggernaut
519207 | Zig:19   | Noticed a juggernaut
519207 | Zig:19   | Noticed a juggernaut
519207 | Zig:19   | Noticed a juggernaut
519208 | Zig:19   | Noticed a juggernaut
519208 | Zig:19   | Noticed a juggernaut
519208 | Zig:19   | Killed a juggernaut
519208 | Zig:19   | Killed a juggernaut
519208 | Zig:19   | Killed a juggernaut
519208 | Zig:19   | Killed a juggernaut
519208 | Zig:19   | Killed a juggernaut
519208 | Zig:19   | Killed a juggernaut
519208 | Zig:19   | Killed a juggernaut
519208 | Zig:19   | Killed a juggernaut
519208 | Zig:19   | Killed a juggernaut
519208 | Zig:19   | Killed a juggernaut
519208 | Zig:19   | Killed a juggernaut
519208 | Zig:19   | Killed a juggernaut
519208 | Zig:19   | Killed a juggernaut
519208 | Zig:19   | Killed a juggernaut
519208 | Zig:19   | Killed a juggernaut
519208 | Zig:19   | Killed a juggernaut
519209 | Zig:19   | Noticed a juggernaut
519209 | Zig:19   | Killed a juggernaut
519209 | Zig:19   | Killed a juggernaut
519209 | Zig:19   | Killed a juggernaut
519209 | Zig:19   | Killed a juggernaut
519209 | Zig:19   | Killed a juggernaut
519209 | Zig:19   | Killed a juggernaut
519209 | Zig:19   | Killed a juggernaut
519209 | Zig:19   | Killed a juggernaut
519209 | Zig:19   | Killed a juggernaut
519209 | Zig:19   | Killed a juggernaut
519209 | Zig:19   | Killed a juggernaut
519210 | Zig:19   | Noticed a juggernaut
519210 | Zig:19   | Noticed a juggernaut
519211 | Zig:19   | Noticed a juggernaut
519212 | Zig:19   | Noticed a juggernaut
519212 | Zig:19   | Noticed a juggernaut
519212 | Zig:19   | Noticed a juggernaut
519213 | Zig:19   | Noticed a juggernaut
519213 | Zig:19   | Noticed a juggernaut
519214 | Zig:19   | Killed a juggernaut
519214 | Zig:19   | Killed a juggernaut
519215 | Zig:19   | Noticed a juggernaut
519215 | Zig:19   | Killed a juggernaut
519215 | Zig:19   | Killed a juggernaut
519215 | Zig:19   | Killed a juggernaut
519215 | Zig:19   | Killed a juggernaut
519215 | Zig:19   | Killed a juggernaut
519215 | Zig:19   | Killed a juggernaut
519216 | Zig:19   | Noticed a juggernaut
519216 | Zig:19   | Noticed a juggernaut
519216 | Zig:19   | Killed a juggernaut
519216 | Zig:19   | Killed a juggernaut
519216 | Zig:19   | Killed a juggernaut
519216 | Zig:19   | Killed a juggernaut
519217 | Zig:19   | Noticed a juggernaut
519217 | Zig:19   | Noticed a juggernaut
519217 | Zig:19   | Killed a juggernaut
519217 | Zig:19   | Killed a juggernaut
519217 | Zig:19   | Killed a juggernaut
519217 | Zig:19   | Killed a juggernaut
519217 | Zig:19   | Killed a juggernaut
519217 | Zig:19   | Killed a juggernaut
519218 | Zig:19   | Noticed a juggernaut
519218 | Zig:19   | Noticed a juggernaut
519218 | Zig:19   | Killed a juggernaut
519218 | Zig:19   | Killed a juggernaut
519218 | Zig:19   | Killed a juggernaut
519219 | Zig:19   | Noticed a juggernaut
519223 | Zig:19   | Killed a juggernaut
519223 | Zig:19   | Killed a juggernaut
519223 | Zig:19   | Killed a juggernaut
519223 | Zig:19   | Killed a juggernaut
519223 | Zig:19   | Killed a juggernaut
519223 | Zig:19   | Killed a juggernaut
519225 | Zig:19   | Killed a juggernaut
519227 | Zig:19   | Killed a juggernaut
519241 | Zig:19   | Got an ancient bone ring
519243 | Zig:19   | Identified the ring of Pasu {Str-2 Dex+5 SInv} (You found it on level 19 of a ziggurat)
519521 | Zig:19   | Got a pitted steel ring
519522 | Zig:19   | Identified the ring "Wepuot" {rC++ MR- AC+3 Dex+6} (You found it on level 19 of a ziggurat)
519536 | Zig:19   | Got a crude glass ring
519538 | Zig:19   | Identified the ring of Virakhun {Fire Stlth+} (You found it on level 19 of a ziggurat)
519544 | Zig:19   | Got a brightly glowing jade ring
519545 | Zig:19   | Identified the ring of Cofiuni {Wiz rF+ MR++} (You found it on level 19 of a ziggurat)
519550 | Zig:19   | Got a crude golden amulet
519551 | Zig:19   | Identified the amulet of Uquhaut {+Rage rF+ MP+9 SInv} (You found it on level 19 of a ziggurat)
519607 | Zig:19   | Identified the +13 crystal plate armour "Zushreu" {+Blink rElec rC+ Dex-5} (You found it on level 19 of a ziggurat)
519620 | Zig:20   | Entered Level 20 of a ziggurat
519620 | Zig:20   | Noticed an ancient lich
519620 | Zig:20   | Noticed an ancient lich
519620 | Zig:20   | Noticed an ancient lich
519620 | Zig:20   | Noticed an ancient lich
519620 | Zig:20   | Noticed an ancient lich
519620 | Zig:20   | Noticed an ancient lich
519620 | Zig:20   | Noticed an ancient lich
519620 | Zig:20   | Noticed an ancient lich
519620 | Zig:20   | Noticed an ancient lich
519620 | Zig:20   | Noticed an ancient lich
519620 | Zig:20   | Noticed an ancient lich
519620 | Zig:20   | Noticed an ancient lich
519620 | Zig:20   | Noticed an ancient lich
519620 | Zig:20   | Noticed an ancient lich
519620 | Zig:20   | Noticed an ancient lich
519620 | Zig:20   | Noticed an ancient lich
519621 | Zig:20   | Killed an ancient lich
519621 | Zig:20   | Killed an ancient lich
519621 | Zig:20   | Killed an ancient lich
519621 | Zig:20   | Killed an ancient lich
519621 | Zig:20   | Killed an ancient lich
519621 | Zig:20   | Killed an ancient lich
519621 | Zig:20   | Killed an ancient lich
519621 | Zig:20   | Killed an ancient lich
519622 | Zig:20   | Noticed an ancient lich
519622 | Zig:20   | Noticed an ancient lich
519622 | Zig:20   | Noticed an ancient lich
519622 | Zig:20   | Killed an ancient lich
519622 | Zig:20   | Killed an ancient lich
519622 | Zig:20   | Killed an ancient lich
519622 | Zig:20   | Killed an ancient lich
519622 | Zig:20   | Killed an ancient lich
519622 | Zig:20   | Killed an ancient lich
519622 | Zig:20   | Killed an ancient lich
519622 | Zig:20   | Killed an ancient lich
519623 | Zig:20   | Noticed an ancient lich
519623 | Zig:20   | Noticed an ancient lich
519623 | Zig:20   | Noticed an ancient lich
519624 | Zig:20   | Noticed an ancient lich
519624 | Zig:20   | Killed an ancient lich
519626 | Zig:20   | Noticed an ancient lich
519626 | Zig:20   | Killed an ancient lich
519626 | Zig:20   | Killed an ancient lich
519626 | Zig:20   | Killed an ancient lich
519626 | Zig:20   | Killed an ancient lich
519627 | Zig:20   | Noticed an ancient lich
519627 | Zig:20   | Noticed an ancient lich
519627 | Zig:20   | Noticed an ancient lich
519627 | Zig:20   | Noticed an ancient lich
519627 | Zig:20   | Noticed an ancient lich
519627 | Zig:20   | Noticed an ancient lich
519628 | Zig:20   | Noticed an ancient lich
519628 | Zig:20   | Noticed an ancient lich
519628 | Zig:20   | Noticed an ancient lich
519628 | Zig:20   | Killed an ancient lich
519628 | Zig:20   | Killed an ancient lich
519628 | Zig:20   | Killed an ancient lich
519629 | Zig:20   | Noticed an ancient lich
519629 | Zig:20   | Noticed an ancient lich
519629 | Zig:20   | Noticed an ancient lich
519629 | Zig:20   | Noticed an ancient lich
519629 | Zig:20   | Noticed an ancient lich
519630 | Zig:20   | Killed an ancient lich
519630 | Zig:20   | Killed an ancient lich
519630 | Zig:20   | Killed an ancient lich
519630 | Zig:20   | Killed an ancient lich
519630 | Zig:20   | Killed an ancient lich
519630 | Zig:20   | Killed an ancient lich
519630 | Zig:20   | Killed an ancient lich
519630 | Zig:20   | Killed an ancient lich
519630 | Zig:20   | Killed an ancient lich
519630 | Zig:20   | Killed an ancient lich
519630 | Zig:20   | Killed an ancient lich
519631 | Zig:20   | Noticed an ancient lich
519631 | Zig:20   | Noticed an ancient lich
519631 | Zig:20   | Killed an ancient lich
519631 | Zig:20   | Killed an ancient lich
519631 | Zig:20   | Killed an ancient lich
519632 | Zig:20   | Noticed an ancient lich
519632 | Zig:20   | Noticed an ancient lich
519633 | Zig:20   | Noticed an ancient lich
519634 | Zig:20   | Noticed an ancient lich
519634 | Zig:20   | Noticed an ancient lich
519634 | Zig:20   | Noticed an ancient lich
519634 | Zig:20   | Killed an ancient lich
519634 | Zig:20   | Killed an ancient lich
519635 | Zig:20   | Noticed an ancient lich
519635 | Zig:20   | Noticed an ancient lich
519636 | Zig:20   | Noticed an ancient lich
519636 | Zig:20   | Noticed an ancient lich
519636 | Zig:20   | Noticed an ancient lich
519636 | Zig:20   | Noticed an ancient lich
519636 | Zig:20   | Noticed an ancient lich
519636 | Zig:20   | Noticed an ancient lich
519636 | Zig:20   | Killed an ancient lich
519636 | Zig:20   | Killed an ancient lich
519637 | Zig:20   | Noticed an ancient lich
519637 | Zig:20   | Noticed an ancient lich
519637 | Zig:20   | Killed an ancient lich
519637 | Zig:20   | Killed an ancient lich
519637 | Zig:20   | Killed an ancient lich
519637 | Zig:20   | Killed an ancient lich
519638 | Zig:20   | Noticed an ancient lich
519638 | Zig:20   | Noticed an ancient lich
519638 | Zig:20   | Noticed an ancient lich
519638 | Zig:20   | Noticed an ancient lich
519638 | Zig:20   | Noticed an ancient lich
519639 | Zig:20   | Noticed an ancient lich
519639 | Zig:20   | Noticed an ancient lich
519639 | Zig:20   | Noticed an ancient lich
519639 | Zig:20   | Noticed an ancient lich
519640 | Zig:20   | Noticed an ancient lich
519640 | Zig:20   | Noticed an ancient lich
519640 | Zig:20   | Noticed an ancient lich
519640 | Zig:20   | Noticed an ancient lich
519642 | Zig:20   | Noticed an ancient lich
519642 | Zig:20   | Noticed an ancient lich
519644 | Zig:20   | Noticed an ancient lich
519644 | Zig:20   | Noticed an ancient lich
519645 | Zig:20   | Noticed an ancient lich
519645 | Zig:20   | Noticed an ancient lich
519647 | Zig:20   | Killed an ancient lich
519647 | Zig:20   | Killed an ancient lich
519647 | Zig:20   | Killed an ancient lich
519647 | Zig:20   | Killed an ancient lich
519647 | Zig:20   | Killed an ancient lich
519647 | Zig:20   | Killed an ancient lich
519647 | Zig:20   | Killed an ancient lich
519647 | Zig:20   | Killed an ancient lich
519647 | Zig:20   | Killed an ancient lich
519647 | Zig:20   | Killed an ancient lich
519647 | Zig:20   | Killed an ancient lich
519647 | Zig:20   | Killed an ancient lich
519647 | Zig:20   | Killed an ancient lich
519647 | Zig:20   | Killed an ancient lich
519647 | Zig:20   | Killed an ancient lich
519647 | Zig:20   | Killed an ancient lich
519647 | Zig:20   | Killed an ancient lich
519648 | Zig:20   | Noticed an ancient lich
519648 | Zig:20   | Noticed an ancient lich
519648 | Zig:20   | Noticed an ancient lich
519648 | Zig:20   | Killed an ancient lich
519649 | Zig:20   | Killed an ancient lich
519649 | Zig:20   | Killed an ancient lich
519649 | Zig:20   | Killed an ancient lich
519649 | Zig:20   | Killed an ancient lich
519650 | Zig:20   | Noticed an ancient lich
519650 | Zig:20   | Noticed an ancient lich
519650 | Zig:20   | Noticed an ancient lich
519650 | Zig:20   | Noticed an ancient lich
519650 | Zig:20   | Noticed an ancient lich
519650 | Zig:20   | Killed an ancient lich
519650 | Zig:20   | Killed an ancient lich
519650 | Zig:20   | Killed an ancient lich
519651 | Zig:20   | Noticed an ancient lich
519651 | Zig:20   | Noticed an ancient lich
519651 | Zig:20   | Noticed an ancient lich
519651 | Zig:20   | Noticed an ancient lich
519651 | Zig:20   | Noticed an ancient lich
519651 | Zig:20   | Noticed an ancient lich
519651 | Zig:20   | Noticed an ancient lich
519651 | Zig:20   | Killed an ancient lich
519651 | Zig:20   | Killed an ancient lich
519651 | Zig:20   | Killed an ancient lich
519652 | Zig:20   | Noticed an ancient lich
519652 | Zig:20   | Noticed an ancient lich
519652 | Zig:20   | Noticed an ancient lich
519652 | Zig:20   | Noticed an ancient lich
519652 | Zig:20   | Noticed an ancient lich
519652 | Zig:20   | Noticed an ancient lich
519652 | Zig:20   | Killed an ancient lich
519652 | Zig:20   | Killed an ancient lich
519652 | Zig:20   | Killed an ancient lich
519652 | Zig:20   | Killed an ancient lich
519652 | Zig:20   | Noticed an ancient lich
519652 | Zig:20   | Noticed an ancient lich
519653 | Zig:20   | Noticed an ancient lich
519653 | Zig:20   | Noticed an ancient lich
519653 | Zig:20   | Noticed an ancient lich
519653 | Zig:20   | Noticed an ancient lich
519653 | Zig:20   | Noticed an ancient lich
519653 | Zig:20   | Noticed an ancient lich
519653 | Zig:20   | Noticed an ancient lich
519653 | Zig:20   | Noticed an ancient lich
519653 | Zig:20   | Noticed an ancient lich
519653 | Zig:20   | Noticed an ancient lich
519653 | Zig:20   | Noticed an ancient lich
519653 | Zig:20   | Killed an ancient lich
519653 | Zig:20   | Killed an ancient lich
519653 | Zig:20   | Killed an ancient lich
519653 | Zig:20   | Killed an ancient lich
519653 | Zig:20   | Killed an ancient lich
519653 | Zig:20   | Killed an ancient lich
519653 | Zig:20   | Killed an ancient lich
519653 | Zig:20   | Killed an ancient lich
519654 | Zig:20   | Noticed an ancient lich
519654 | Zig:20   | Noticed an ancient lich
519655 | Zig:20   | Noticed an ancient lich
519655 | Zig:20   | Killed an ancient lich
519655 | Zig:20   | Killed an ancient lich
519655 | Zig:20   | Killed an ancient lich
519655 | Zig:20   | Killed an ancient lich
519655 | Zig:20   | Killed an ancient lich
519655 | Zig:20   | Killed an ancient lich
519655 | Zig:20   | Killed an ancient lich
519655 | Zig:20   | Killed an ancient lich
519655 | Zig:20   | Killed an ancient lich
519655 | Zig:20   | Killed an ancient lich
519655 | Zig:20   | Killed an ancient lich
519655 | Zig:20   | Killed an ancient lich
519655 | Zig:20   | Killed an ancient lich
519655 | Zig:20   | Killed an ancient lich
519655 | Zig:20   | Killed an ancient lich
519655 | Zig:20   | Killed an ancient lich
519655 | Zig:20   | Killed an ancient lich
519656 | Zig:20   | Noticed an ancient lich
519656 | Zig:20   | Noticed an ancient lich
519656 | Zig:20   | Noticed an ancient lich
519656 | Zig:20   | Noticed an ancient lich
519656 | Zig:20   | Noticed an ancient lich
519656 | Zig:20   | Noticed an ancient lich
519656 | Zig:20   | Noticed an ancient lich
519656 | Zig:20   | Noticed an ancient lich
519657 | Zig:20   | Noticed an ancient lich
519658 | Zig:20   | Noticed an ancient lich
519658 | Zig:20   | Killed an ancient lich
519658 | Zig:20   | Killed an ancient lich
519658 | Zig:20   | Killed an ancient lich
519659 | Zig:20   | Killed an ancient lich
519659 | Zig:20   | Killed an ancient lich
519659 | Zig:20   | Killed an ancient lich
519660 | Zig:20   | Killed an ancient lich
519661 | Zig:20   | Noticed an ancient lich
519661 | Zig:20   | Noticed an ancient lich
519661 | Zig:20   | Noticed an ancient lich
519661 | Zig:20   | Killed an ancient lich
519661 | Zig:20   | Killed an ancient lich
519661 | Zig:20   | Killed an ancient lich
519662 | Zig:20   | Killed an ancient lich
519662 | Zig:20   | Killed an ancient lich
519662 | Zig:20   | Killed an ancient lich
519662 | Zig:20   | Killed an ancient lich
519662 | Zig:20   | Killed an ancient lich
519663 | Zig:20   | Noticed an ancient lich
519663 | Zig:20   | Noticed an ancient lich
519663 | Zig:20   | Noticed an ancient lich
519664 | Zig:20   | Killed an ancient lich
519664 | Zig:20   | Killed an ancient lich
519664 | Zig:20   | Killed an ancient lich
519664 | Zig:20   | Killed an ancient lich
519664 | Zig:20   | Killed an ancient lich
519665 | Zig:20   | Noticed an ancient lich
519666 | Zig:20   | Killed an ancient lich
519666 | Zig:20   | Killed an ancient lich
519666 | Zig:20   | Killed an ancient lich
519666 | Zig:20   | Killed an ancient lich
519671 | Zig:20   | Noticed an ancient lich
519672 | Zig:20   | Killed an ancient lich
519674 | Zig:20   | Killed an ancient lich
519675 | Zig:20   | Killed an ancient lich
519814 | Zig:20   | Got a sparkling turquoise ring
519816 | Zig:20   | Identified the ring "Fiamm" {Int+2 Dex+4} (You found it on level 20 of a ziggurat)
519903 | Zig:20   | Identified the Disquisition on Entrancing Conjuration
519914 | Zig:21   | Entered Level 21 of a ziggurat
519943 | Zig:21   | Noticed an ancient lich
519947 | Zig:21   | Killed an ancient lich
519954 | Zig:21   | Paralysed by accursed screaming for 2 turns
520197 | Zig:21   | Got a faintly glowing turquoise ring
520199 | Zig:21   | Identified the ring of Nom Rif {rPois MR+ Int+3 SInv Stlth+} (You found it on level 21 of a ziggurat)
520210 | Zig:21   | Got a slimy wooden ring
520211 | Zig:21   | Identified the ring "Bakekk" {Wiz Str+6 Int+4} (You found it on level 21 of a ziggurat)
520214 | Zig:21   | Got a transparent garnet amulet
520215 | Zig:21   | Identified the amulet of Meakh {RegenMP Str+3 Dex+3} (You found it on level 21 of a ziggurat)
520231 | Zig:21   | Identified the Tome of the Earthen Birds
520271 | Zig:21   | Got a heavily runed ivory ring
520273 | Zig:21   | Identified the ring of Yremufubou {+Inv EV+6 Str+3} (You found it on level 21 of a ziggurat)
520422 | Zig:21   | Identified the +0 pearl dragon scales of Ofoe {rElec rF- rN+ Dex+4} (You found it on level 21 of a ziggurat)
520480 | Zig:22   | Entered Level 22 of a ziggurat
520558 | Zig:22   | Got a flickering bone ring
520560 | Zig:22   | Identified the ring "Ideg" {Int+4 Dex+3} (You found it on level 22 of a ziggurat)
520725 | Zig:22   | Got a smoking iron ring
520726 | Zig:22   | Identified the cursed ring "Xobrusod" {MR- Dex+4 Slay-3} (You found it on level 22 of a ziggurat)
520818 | Zig:22   | Identified Xompivep's Almanac of Flamy Boosts
520831 | Zig:22   | Identified the Collected Works on Confrontation
520838 | Zig:22   | Got a faintly glowing golden ring
520839 | Zig:22   | Identified the ring of Hepliaklqana's Hatred {rN+ Slay+3} (You found it on level 22 of a ziggurat)
520855 | Zig:22   | Identified Yluel's Guide on Helpful Companions
521008 | Zig:23   | Entered Level 23 of a ziggurat
521010 | Zig:23   | Noticed Gopp the pandemonium lord
521010 | Zig:23   | Noticed Bolam the pandemonium lord
521010 | Zig:23   | Noticed Wium the pandemonium lord
521010 | Zig:23   | Noticed Bepugeu the pandemonium lord
521010 | Zig:23   | Noticed Exzatir the pandemonium lord
521010 | Zig:23   | Noticed Umurr the pandemonium lord
521011 | Zig:23   | Noticed Biskymer the pandemonium lord
521011 | Zig:23   | Noticed Muothrit the pandemonium lord
521011 | Zig:23   | Noticed Niyntel the pandemonium lord
521013 | Zig:23   | Noticed Helado Juyki the pandemonium lord
521013 | Zig:23   | Noticed Raobb the pandemonium lord
521014 | Zig:23   | Noticed Powocw the pandemonium lord
521016 | Zig:23   | Noticed Vuicah the pandemonium lord
521017 | Zig:23   | Noticed Qetwyume the pandemonium lord
521018 | Zig:23   | Noticed Anlyvvaga the pandemonium lord
521019 | Zig:23   | Noticed Umitton the pandemonium lord
521020 | Zig:23   | Noticed Gygru Fenae the pandemonium lord
521020 | Zig:23   | Noticed Foteg the pandemonium lord
521020 | Zig:23   | Noticed Buredyra the pandemonium lord
521020 | Zig:23   | Killed Exzatir the pandemonium lord
521021 | Zig:23   | Noticed Jakkouja the pandemonium lord
521021 | Zig:23   | Noticed Dezi Yck the pandemonium lord
521021 | Zig:23   | Killed Wium the pandemonium lord
521022 | Zig:23   | Noticed Leag the pandemonium lord
521022 | Zig:23   | Noticed Erolih the pandemonium lord
521022 | Zig:23   | Killed Bolam the pandemonium lord
521022 | Zig:23   | Killed Raobb the pandemonium lord
521022 | Zig:23   | Killed Powocw the pandemonium lord
521022 | Zig:23   | Killed Guvinijo the pandemonium lord
521023 | Zig:23   | Noticed Buov Nia the pandemonium lord
521023 | Zig:23   | Noticed Codoamya the pandemonium lord
521023 | Zig:23   | Noticed Urusivv Ubba the pandemonium lord
521023 | Zig:23   | Noticed Siroam the pandemonium lord
521023 | Zig:23   | Killed Qetwyume the pandemonium lord
521023 | Zig:23   | Killed Buredyra the pandemonium lord
521024 | Zig:23   | Noticed Lydivop the pandemonium lord
521024 | Zig:23   | Noticed Diriadof the pandemonium lord
521024 | Zig:23   | Noticed Koemibry the pandemonium lord
521024 | Zig:23   | Noticed Nostra the pandemonium lord
521026 | Zig:23   | Noticed Zyze Rot the pandemonium lord
521026 | Zig:23   | Noticed Kenoek the pandemonium lord
521026 | Zig:23   | Noticed Samoas the pandemonium lord
521026 | Zig:23   | Killed Leag the pandemonium lord
521026 | Zig:23   | Killed Hiutt the pandemonium lord
521027 | Zig:23   | Noticed Zesoim the pandemonium lord
521027 | Zig:23   | Noticed Uzxourym the pandemonium lord
521027 | Zig:23   | Noticed Vicikuus the pandemonium lord
521027 | Zig:23   | Noticed Ycwapoh the pandemonium lord
521027 | Zig:23   | Killed Umurr the pandemonium lord
521028 | Zig:23   | Noticed Soatt the pandemonium lord
521028 | Zig:23   | Noticed Gaymiol the pandemonium lord
521028 | Zig:23   | Noticed Kuseaxt the pandemonium lord
521029 | Zig:23   | Noticed Iluowis the pandemonium lord
521029 | Zig:23   | Noticed Nepp the pandemonium lord
521029 | Zig:23   | Noticed Kyliomon the pandemonium lord
521029 | Zig:23   | Killed Diriadof the pandemonium lord
521029 | Zig:23   | Killed Vuicah the pandemonium lord
521029 | Zig:23   | Killed Helado Juyki the pandemonium lord
521029 | Zig:23   | Killed Soatt the pandemonium lord
521029 | Zig:23   | Killed Erolih the pandemonium lord
521029 | Zig:23   | Killed Anlyvvaga the pandemonium lord
521029 | Zig:23   | Killed Siroam the pandemonium lord
521030 | Zig:23   | Noticed Dietsaf the pandemonium lord
521030 | Zig:23   | Noticed Onusk the pandemonium lord
521030 | Zig:23   | Noticed Ygro the pandemonium lord
521030 | Zig:23   | Noticed Setotu the pandemonium lord
521030 | Zig:23   | Noticed Hoeni the pandemonium lord
521030 | Zig:23   | Noticed Tennirch the pandemonium lord
521031 | Zig:23   | Noticed Yriome Zipt the pandemonium lord
521031 | Zig:23   | Noticed Liarch the pandemonium lord
521031 | Zig:23   | Killed Umitton the pandemonium lord
521031 | Zig:23   | Killed Zesoim the pandemonium lord
521032 | Zig:23   | Noticed Nafarph the pandemonium lord
521032 | Zig:23   | Noticed Opsav the pandemonium lord
521032 | Zig:23   | Killed Urusivv Ubba the pandemonium lord
521033 | Zig:23   | Noticed Wihav the pandemonium lord
521034 | Zig:23   | Noticed Ruucusea the pandemonium lord
521034 | Zig:23   | Noticed Iteangee the pandemonium lord
521034 | Zig:23   | Killed Dezi Yck the pandemonium lord
521035 | Zig:23   | Noticed Temaamy the pandemonium lord
521035 | Zig:23   | Noticed Docaw the pandemonium lord
521035 | Zig:23   | Killed Samoas the pandemonium lord
521035 | Zig:23   | Killed Zyze Rot the pandemonium lord
521035 | Zig:23   | Killed Muothrit the pandemonium lord
521035 | Zig:23   | Killed Lydivop the pandemonium lord
521035 | Zig:23   | Killed Codoamya the pandemonium lord
521035 | Zig:23   | Killed Ygro the pandemonium lord
521035 | Zig:23   | Killed Fipoewog the pandemonium lord
521035 | Zig:23   | Killed Ycwapoh the pandemonium lord
521036 | Zig:23   | Killed Wihav the pandemonium lord
521036 | Zig:23   | Killed Docaw the pandemonium lord
521036 | Zig:23   | Killed Gygru Fenae the pandemonium lord
521036 | Zig:23   | Killed Buov Nia the pandemonium lord
521036 | Zig:23   | Killed Giyf Boc the pandemonium lord
521036 | Zig:23   | Killed Jakkouja the pandemonium lord
521036 | Zig:23   | Killed Onusk the pandemonium lord
521036 | Zig:23   | Killed Biskymer the pandemonium lord
521036 | Zig:23   | Killed Dietsaf the pandemonium lord
521037 | Zig:23   | Noticed Ehoog the pandemonium lord
521037 | Zig:23   | Noticed Qalerexu the pandemonium lord
521037 | Zig:23   | Noticed Leanu the pandemonium lord
521037 | Zig:23   | Noticed Edogor the pandemonium lord
521037 | Zig:23   | Noticed Meot the pandemonium lord
521038 | Zig:23   | Noticed Biku Imo the pandemonium lord
521038 | Zig:23   | Noticed Nuixkole the pandemonium lord
521038 | Zig:23   | Noticed Udiurgh the pandemonium lord
521038 | Zig:23   | Killed Kenoek the pandemonium lord
521039 | Zig:23   | Noticed Xuxor the pandemonium lord
521039 | Zig:23   | Noticed Cusub the pandemonium lord
521039 | Zig:23   | Noticed Poin the pandemonium lord
521039 | Zig:23   | Noticed Vano the pandemonium lord
521040 | Zig:23   | Noticed Faippyed the pandemonium lord
521040 | Zig:23   | Noticed Ugoceih the pandemonium lord
521040 | Zig:23   | Noticed Naus the pandemonium lord
521040 | Zig:23   | Noticed Muc Azom the pandemonium lord
521040 | Zig:23   | Noticed Qohodig the pandemonium lord
521040 | Zig:23   | Noticed Quanyxi the pandemonium lord
521041 | Zig:23   | Noticed Poucoc the pandemonium lord
521041 | Zig:23   | Noticed Nipo the pandemonium lord
521041 | Zig:23   | Noticed Wummisme the pandemonium lord
521041 | Zig:23   | Noticed Ixyotolu the pandemonium lord
521042 | Zig:23   | Noticed Amnes the pandemonium lord
521042 | Zig:23   | Noticed Vusuorol the pandemonium lord
521042 | Zig:23   | Killed Hoeni the pandemonium lord
521042 | Zig:23   | Killed Iteangee the pandemonium lord
521042 | Zig:23   | Killed Koemibry the pandemonium lord
521042 | Zig:23   | Killed Setotu the pandemonium lord
521042 | Zig:23   | Killed Vusuorol the pandemonium lord
521043 | Zig:23   | Noticed Toxo the pandemonium lord
521043 | Zig:23   | Noticed Qurghod the pandemonium lord
521044 | Zig:23   | Noticed Deabli Todgh the pandemonium lord
521044 | Zig:23   | Killed Kuseaxt the pandemonium lord
521045 | Zig:23   | Noticed Zaeseotuqu the pandemonium lord
521046 | Zig:23   | Noticed Kileh the pandemonium lord
521046 | Zig:23   | Killed Opsav the pandemonium lord
521047 | Zig:23   | Noticed Xeed the pandemonium lord
521047 | Zig:23   | Killed Nostra the pandemonium lord
521047 | Zig:23   | Killed Tennirch the pandemonium lord
521047 | Zig:23   | Killed Udiurgh the pandemonium lord
521048 | Zig:23   | Noticed Tofu Xao the pandemonium lord
521048 | Zig:23   | Noticed Ameuc the pandemonium lord
521049 | Zig:23   | Killed Ruucusea the pandemonium lord
521049 | Zig:23   | Killed Ixyotolu the pandemonium lord
521050 | Zig:23   | Noticed Duniat the pandemonium lord
521050 | Zig:23   | Noticed Dirap the pandemonium lord
521051 | Zig:23   | Noticed Wyurici the pandemonium lord
521051 | Zig:23   | Killed Nafarph the pandemonium lord
521052 | Zig:23   | Noticed Sanlaev the pandemonium lord
521052 | Zig:23   | Noticed Daepril the pandemonium lord
521052 | Zig:23   | Killed Amnes the pandemonium lord
521052 | Zig:23   | Killed Gaymiol the pandemonium lord
521052 | Zig:23   | Killed Muc Azom the pandemonium lord
521053 | Zig:23   | Noticed Xyzea the pandemonium lord
521053 | Zig:23   | Noticed Opedgh the pandemonium lord
521053 | Zig:23   | Killed Vicikuus the pandemonium lord
521054 | Zig:23   | Noticed Xulomom the pandemonium lord
521054 | Zig:23   | Noticed Renamp the pandemonium lord
521054 | Zig:23   | Noticed Napt the pandemonium lord
521054 | Zig:23   | Killed Leanu the pandemonium lord
521055 | Zig:23   | Noticed Penopna the pandemonium lord
521055 | Zig:23   | Noticed Peukogum the pandemonium lord
521055 | Zig:23   | Noticed Ceakh the pandemonium lord
521055 | Zig:23   | Noticed Cuacaod the pandemonium lord
521055 | Zig:23   | Killed Uzxourym the pandemonium lord
521055 | Zig:23   | Killed Kyliomon the pandemonium lord
521055 | Zig:23   | Killed Ehoog the pandemonium lord
521056 | Zig:23   | Noticed Jesywus the pandemonium lord
521056 | Zig:23   | Noticed Veinliga the pandemonium lord
521057 | Zig:23   | Noticed Kuanuar the pandemonium lord
521057 | Zig:23   | Noticed Ippeipni the pandemonium lord
521057 | Zig:23   | Noticed Efia the pandemonium lord
521058 | Zig:23   | Noticed Utonlameo the pandemonium lord
521058 | Zig:23   | Noticed Aceoluix the pandemonium lord
521058 | Zig:23   | Noticed Riun the pandemonium lord
521058 | Zig:23   | Killed Wummisme the pandemonium lord
521058 | Zig:23   | Killed Jesywus the pandemonium lord
521058 | Zig:23   | Killed Winwec the pandemonium lord
521058 | Zig:23   | Killed Poin the pandemonium lord
521058 | Zig:23   | Killed Edogor the pandemonium lord
521058 | Zig:23   | Killed Nepp the pandemonium lord
521059 | Zig:23   | Noticed Yraezy the pandemonium lord
521059 | Zig:23   | Noticed Wunlinte the pandemonium lord
521059 | Zig:23   | Noticed Rakke the pandemonium lord
521059 | Zig:23   | Noticed Qofatwuu the pandemonium lord
521060 | Zig:23   | Noticed Lecia the pandemonium lord
521060 | Zig:23   | Killed Renamp the pandemonium lord
521060 | Zig:23   | Killed Naus the pandemonium lord
521061 | Zig:23   | Killed Wunlinte the pandemonium lord
521061 | Zig:23   | Killed Lecia the pandemonium lord
521061 | Zig:23   | Killed Liarch the pandemonium lord
521061 | Zig:23   | Killed Yriome Zipt the pandemonium lord
521061 | Zig:23   | Killed Temaamy the pandemonium lord
521061 | Zig:23   | Killed Faippyed the pandemonium lord
521061 | Zig:23   | Killed Ameuc the pandemonium lord
521062 | Zig:23   | Noticed Udyic the pandemonium lord
521062 | Zig:23   | Noticed Waumiwk the pandemonium lord
521062 | Zig:23   | Noticed Gofrowig the pandemonium lord
521063 | Zig:23   | Noticed Pacseafe the pandemonium lord
521063 | Zig:23   | Noticed Baegeem the pandemonium lord
521064 | Zig:23   | Noticed Bosmisum the pandemonium lord
521064 | Zig:23   | Noticed Vebet the pandemonium lord
521065 | Zig:23   | Noticed Fonuatin the pandemonium lord
521065 | Zig:23   | Noticed Enuirev the pandemonium lord
521065 | Zig:23   | Noticed Boefai the pandemonium lord
521065 | Zig:23   | Killed Nipo the pandemonium lord
521065 | Zig:23   | Killed Biku Imo the pandemonium lord
521065 | Zig:23   | Killed Opedgh the pandemonium lord
521065 | Zig:23   | Killed Xeed the pandemonium lord
521065 | Zig:23   | Killed Iluowis the pandemonium lord
521065 | Zig:23   | Killed Quanyxi the pandemonium lord
521066 | Zig:23   | Killed Veinliga the pandemonium lord
521066 | Zig:23   | Killed Poucoc the pandemonium lord
521066 | Zig:23   | Killed Wyurici the pandemonium lord
521066 | Zig:23   | Killed Nuixkole the pandemonium lord
521066 | Zig:23   | Killed Aceoluix the pandemonium lord
521067 | Zig:23   | Noticed Maod the pandemonium lord
521067 | Zig:23   | Noticed Japnug Pone the pandemonium lord
521067 | Zig:23   | Killed Gofrowig the pandemonium lord
521067 | Zig:23   | Killed Xuxor the pandemonium lord
521067 | Zig:23   | Killed Sanlaev the pandemonium lord
521067 | Zig:23   | Killed Toxo the pandemonium lord
521067 | Zig:23   | Killed Xulomom the pandemonium lord
521067 | Zig:23   | Killed Meot the pandemonium lord
521067 | Zig:23   | Killed Peukogum the pandemonium lord
521067 | Zig:23   | Killed Zaeseotuqu the pandemonium lord
521067 | Zig:23   | Killed Ceakh the pandemonium lord
521067 | Zig:23   | Killed Vebet the pandemonium lord
521067 | Zig:23   | Killed Udyic the pandemonium lord
521067 | Zig:23   | Killed Ykko the pandemonium lord
521067 | Zig:23   | Killed Cusub the pandemonium lord
521067 | Zig:23   | Killed Deabli Todgh the pandemonium lord
521068 | Zig:23   | Noticed Imiock the pandemonium lord
521068 | Zig:23   | Noticed Sexziec the pandemonium lord
521068 | Zig:23   | Noticed Levop the pandemonium lord
521068 | Zig:23   | Noticed Ufo Yxi the pandemonium lord
521068 | Zig:23   | Noticed Miexypobe the pandemonium lord
521068 | Zig:23   | Killed Fonuatin the pandemonium lord
521068 | Zig:23   | Killed Qurghod the pandemonium lord
521068 | Zig:23   | Killed Ugoceih the pandemonium lord
521068 | Zig:23   | Killed Enuirev the pandemonium lord
521068 | Zig:23   | Killed Qofatwuu the pandemonium lord
521068 | Zig:23   | Killed Duniat the pandemonium lord
521068 | Zig:23   | Killed Maod the pandemonium lord
521068 | Zig:23   | Killed Boefai the pandemonium lord
521068 | Zig:23   | Killed Waumiwk the pandemonium lord
521069 | Zig:23   | Noticed Soupp the pandemonium lord
521069 | Zig:23   | Noticed Pegerch the pandemonium lord
521069 | Zig:23   | Killed Qalerexu the pandemonium lord
521070 | Zig:23   | Noticed Jegaf the pandemonium lord
521070 | Zig:23   | Noticed Odiuheh the pandemonium lord
521070 | Zig:23   | Noticed Coubleg the pandemonium lord
521070 | Zig:23   | Noticed Pejainin the pandemonium lord
521070 | Zig:23   | Killed Bosmisum the pandemonium lord
521070 | Zig:23   | Killed Kileh the pandemonium lord
521070 | Zig:23   | Killed Ippeipni the pandemonium lord
521070 | Zig:23   | Killed Efia the pandemonium lord
521070 | Zig:23   | Killed Rakke the pandemonium lord
521070 | Zig:23   | Killed Kuanuar the pandemonium lord
521070 | Zig:23   | Killed Miexypobe the pandemonium lord
521070 | Zig:23   | Killed Jegaf the pandemonium lord
521071 | Zig:23   | Noticed Regus the pandemonium lord
521071 | Zig:23   | Noticed Imerphegik the pandemonium lord
521071 | Zig:23   | Noticed Vuonerghu the pandemonium lord
521071 | Zig:23   | Noticed Ceomidont the pandemonium lord
521072 | Zig:23   | Noticed Hyaghod the pandemonium lord
521072 | Zig:23   | Noticed Loyhamuu the pandemonium lord
521072 | Zig:23   | Noticed Ytufusus the pandemonium lord
521072 | Zig:23   | Noticed Fallidem the pandemonium lord
521073 | Zig:23   | Noticed Tiujikux the pandemonium lord
521073 | Zig:23   | Noticed Vehad the pandemonium lord
521073 | Zig:23   | Noticed Rediurgh the pandemonium lord
521073 | Zig:23   | Noticed Qijy the pandemonium lord
521074 | Zig:23   | Noticed Nubliab the pandemonium lord
521074 | Zig:23   | Noticed Faoffiwk the pandemonium lord
521075 | Zig:23   | Noticed Gextete the pandemonium lord
521075 | Zig:23   | Noticed Kuggewap the pandemonium lord
521076 | Zig:23   | Noticed Qid Vuar the pandemonium lord
521076 | Zig:23   | Noticed Moyg the pandemonium lord
521076 | Zig:23   | Noticed Qeosocwo the pandemonium lord
521076 | Zig:23   | Noticed Luoqat the pandemonium lord
521076 | Zig:23   | Killed Cuacaod the pandemonium lord
521076 | Zig:23   | Killed Gopp the pandemonium lord
521076 | Zig:23   | Killed Qohodig the pandemonium lord
521076 | Zig:23   | Killed Kuggewap the pandemonium lord
521078 | Zig:23   | Noticed Hiedef the pandemonium lord
521078 | Zig:23   | Noticed Ipoiguti the pandemonium lord
521078 | Zig:23   | Noticed Jithim the pandemonium lord
521079 | Zig:23   | Noticed Wodi the pandemonium lord
521079 | Zig:23   | Noticed Qywn the pandemonium lord
521079 | Zig:23   | Noticed Sek Roj the pandemonium lord
521080 | Zig:23   | Noticed Saqeo the pandemonium lord
521080 | Zig:23   | Noticed Sonicoef the pandemonium lord
521080 | Zig:23   | Noticed Diecaxto the pandemonium lord
521080 | Zig:23   | Noticed Egaidi the pandemonium lord
521080 | Zig:23   | Noticed Vesibich the pandemonium lord
521080 | Zig:23   | Killed Penopna the pandemonium lord
521080 | Zig:23   | Killed Moyg the pandemonium lord
521081 | Zig:23   | Noticed Huviaphi the pandemonium lord
521082 | Zig:23   | Noticed Jizxou the pandemonium lord
521082 | Zig:23   | Noticed Oriliusm the pandemonium lord
521082 | Zig:23   | Noticed Ytzezarch the pandemonium lord
521082 | Zig:23   | Killed Tiujikux the pandemonium lord
521082 | Zig:23   | Killed Nubliab the pandemonium lord
521082 | Zig:23   | Killed Imiock the pandemonium lord
521082 | Zig:23   | Killed Ceomidont the pandemonium lord
521082 | Zig:23   | Killed Pacseafe the pandemonium lord
521082 | Zig:23   | Killed Agidawoe the pandemonium lord
521082 | Zig:23   | Killed Regus the pandemonium lord
521082 | Zig:23   | Killed Tofu Xao the pandemonium lord
521082 | Zig:23   | Killed Fallidem the pandemonium lord
521082 | Zig:23   | Killed Luoqat the pandemonium lord
521082 | Zig:23   | Killed Utonlameo the pandemonium lord
521082 | Zig:23   | Killed Yraezy the pandemonium lord
521082 | Zig:23   | Killed Bepugeu the pandemonium lord
521083 | Zig:23   | Noticed Feoreremaadd the pandemonium lord
521083 | Zig:23   | Killed Sexziec the pandemonium lord
521083 | Zig:23   | Killed Qid Vuar the pandemonium lord
521083 | Zig:23   | Killed Qywn the pandemonium lord
521083 | Zig:23   | Killed Wodi the pandemonium lord
521083 | Zig:23   | Killed Sek Roj the pandemonium lord
521083 | Zig:23   | Killed Soupp the pandemonium lord
521083 | Zig:23   | Killed Japnug Pone the pandemonium lord
521083 | Zig:23   | Killed Hiedef the pandemonium lord
521083 | Zig:23   | Killed Imerphegik the pandemonium lord
521083 | Zig:23   | Killed Nyzxigupp the pandemonium lord
521083 | Zig:23   | Killed Jithim the pandemonium lord
521083 | Zig:23   | Killed Foteg the pandemonium lord
521083 | Zig:23   | Killed Loyhamuu the pandemonium lord
521083 | Zig:23   | Killed Heopual the pandemonium lord
521083 | Zig:23   | Killed Vano the pandemonium lord
521083 | Zig:23   | Killed Gextete the pandemonium lord
521083 | Zig:23   | Killed Ytzezarch the pandemonium lord
521083 | Zig:23   | Killed Levop the pandemonium lord
521084 | Zig:23   | Noticed Pudwupo the pandemonium lord
521084 | Zig:23   | Noticed Xorauziz the pandemonium lord
521084 | Zig:23   | Noticed Noikyfimo the pandemonium lord
521084 | Zig:23   | Noticed Zaymahi the pandemonium lord
521084 | Zig:23   | Noticed Wuygg the pandemonium lord
521084 | Zig:23   | Killed Jizxou the pandemonium lord
521084 | Zig:23   | Killed Qijy the pandemonium lord
521087 | Zig:23   | Noticed Lenouf the pandemonium lord
521087 | Zig:23   | Noticed Memneuf the pandemonium lord
521087 | Zig:23   | Noticed Zaisuysa the pandemonium lord
521087 | Zig:23   | Noticed Lushrale the pandemonium lord
521088 | Zig:23   | Killed Ipoiguti the pandemonium lord
521088 | Zig:23   | Killed Faoffiwk the pandemonium lord
521089 | Zig:23   | Noticed Xeghanwo the pandemonium lord
521089 | Zig:23   | Killed Vuonerghu the pandemonium lord
521090 | Zig:23   | Noticed Noun the pandemonium lord
521090 | Zig:23   | Noticed Vadamn the pandemonium lord
521090 | Zig:23   | Killed Sonicoef the pandemonium lord
521091 | Zig:23   | Noticed Gigomm the pandemonium lord
521091 | Zig:23   | Killed Oriliusm the pandemonium lord
521093 | Zig:23   | Noticed Bufy the pandemonium lord
521094 | Zig:23   | Noticed Qeugryi the pandemonium lord
521094 | Zig:23   | Noticed Benaorac the pandemonium lord
521095 | Zig:23   | Noticed Lates the pandemonium lord
521095 | Zig:23   | Noticed Waeheoje the pandemonium lord
521095 | Zig:23   | Noticed Motyhefo the pandemonium lord
521096 | Zig:23   | Noticed Efumukhla the pandemonium lord
521096 | Zig:23   | Noticed Weeruuju the pandemonium lord
521096 | Zig:23   | Killed Noikyfimo the pandemonium lord
521096 | Zig:23   | Killed Vehad the pandemonium lord
521096 | Zig:23   | Killed Lates the pandemonium lord
521096 | Zig:23   | Killed Efumukhla the pandemonium lord
521096 | Zig:23   | Killed Baegeem the pandemonium lord
521096 | Zig:23   | Killed Ytufusus the pandemonium lord
521096 | Zig:23   | Killed Coubleg the pandemonium lord
521096 | Zig:23   | Killed Memneuf the pandemonium lord
521096 | Zig:23   | Killed Diecaxto the pandemonium lord
521097 | Zig:23   | Noticed Tevumev the pandemonium lord
521097 | Zig:23   | Noticed Bejuom the pandemonium lord
521097 | Zig:23   | Killed Zaisuysa the pandemonium lord
521097 | Zig:23   | Killed Lushrale the pandemonium lord
521097 | Zig:23   | Killed Ufo Yxi the pandemonium lord
521097 | Zig:23   | Killed Xorauziz the pandemonium lord
521097 | Zig:23   | Killed Hyaghod the pandemonium lord
521097 | Zig:23   | Killed Pejainin the pandemonium lord
521097 | Zig:23   | Killed Xyzea the pandemonium lord
521097 | Zig:23   | Killed Benaorac the pandemonium lord
521097 | Zig:23   | Killed Riun the pandemonium lord
521097 | Zig:23   | Killed Saqeo the pandemonium lord
521097 | Zig:23   | Killed Odiuheh the pandemonium lord
521098 | Zig:23   | Noticed Seiwarij the pandemonium lord
521098 | Zig:23   | Noticed Mucunol the pandemonium lord
521098 | Zig:23   | Killed Qeosocwo the pandemonium lord
521098 | Zig:23   | Killed Vesibich the pandemonium lord
521099 | Zig:23   | Noticed Qitedd the pandemonium lord
521099 | Zig:23   | Noticed Xixtigramye the pandemonium lord
521099 | Zig:23   | Noticed Ujesaiwe the pandemonium lord
521099 | Zig:23   | Killed Lenouf the pandemonium lord
521099 | Zig:23   | Killed Bejuom the pandemonium lord
521099 | Zig:23   | Killed Kuihel the pandemonium lord
521099 | Zig:23   | Killed Noun the pandemonium lord
521100 | Zig:23   | Noticed Rij Kino the pandemonium lord
521100 | Zig:23   | Noticed Vevaeguas the pandemonium lord
521100 | Zig:23   | Noticed Desixal the pandemonium lord
521100 | Zig:23   | Killed Motyhefo the pandemonium lord
521100 | Zig:23   | Killed Mucunol the pandemonium lord
521100 | Zig:23   | Killed Weeruuju the pandemonium lord
521100 | Zig:23   | Killed Daepril the pandemonium lord
521100 | Zig:23   | Killed Rediurgh the pandemonium lord
521100 | Zig:23   | Killed Waeheoje the pandemonium lord
521100 | Zig:23   | Killed Bufy the pandemonium lord
521100 | Zig:23   | Killed Xeghanwo the pandemonium lord
521100 | Zig:23   | Killed Ujesaiwe the pandemonium lord
521101 | Zig:23   | Noticed Uboibair the pandemonium lord
521101 | Zig:23   | Noticed Hufadism the pandemonium lord
521101 | Zig:23   | Noticed Fiumm the pandemonium lord
521103 | Zig:23   | Noticed Zel Duo the pandemonium lord
521103 | Zig:23   | Noticed Venu the pandemonium lord
521103 | Zig:23   | Killed Qitedd the pandemonium lord
521104 | Zig:23   | Noticed Hipsa Sojall the pandemonium lord
521104 | Zig:23   | Noticed Zuajiack the pandemonium lord
521104 | Zig:23   | Noticed Neonen the pandemonium lord
521105 | Zig:23   | Noticed Bete the pandemonium lord
521105 | Zig:23   | Noticed Siokeuwk the pandemonium lord
521105 | Zig:23   | Noticed Nuhirauz the pandemonium lord
521105 | Zig:23   | Noticed Upuji the pandemonium lord
521105 | Zig:23   | Killed Huviaphi the pandemonium lord
521105 | Zig:23   | Killed Zaymahi the pandemonium lord
521106 | Zig:23   | Noticed Zalag the pandemonium lord
521106 | Zig:23   | Noticed Irradew the pandemonium lord
521106 | Zig:23   | Noticed Galicum the pandemonium lord
521108 | Zig:23   | Killed Neonen the pandemonium lord
521109 | Zig:23   | Noticed Neptag the pandemonium lord
521109 | Zig:23   | Killed Qeugryi the pandemonium lord
521109 | Zig:23   | Killed Seiwarij the pandemonium lord
521109 | Zig:23   | Killed Feoreremaadd the pandemonium lord
521109 | Zig:23   | Killed Axus the pandemonium lord
521110 | Zig:23   | Noticed Buylyum the pandemonium lord
521110 | Zig:23   | Killed Nuhirauz the pandemonium lord
521111 | Zig:23   | Noticed Foonaf the pandemonium lord
521111 | Zig:23   | Noticed Cumaqelenu the pandemonium lord
521111 | Zig:23   | Noticed Lafem the pandemonium lord
521111 | Zig:23   | Killed Foonaf the pandemonium lord
521112 | Zig:23   | Noticed Nies the pandemonium lord
521112 | Zig:23   | Killed Gigomm the pandemonium lord
521112 | Zig:23   | Killed Pudwupo the pandemonium lord
521113 | Zig:23   | Noticed Cetutoq the pandemonium lord
521115 | Zig:23   | Killed Vevaeguas the pandemonium lord
521116 | Zig:23   | Noticed Tara the pandemonium lord
521116 | Zig:23   | Noticed Orox the pandemonium lord
521116 | Zig:23   | Noticed Conwarph the pandemonium lord
521116 | Zig:23   | Noticed Jemiang the pandemonium lord
521116 | Zig:23   | Noticed Zumnuisy the pandemonium lord
521116 | Zig:23   | Killed Cumaqelenu the pandemonium lord
521116 | Zig:23   | Killed Buylyum the pandemonium lord
521116 | Zig:23   | Killed Vadamn the pandemonium lord
521117 | Zig:23   | Killed Bete the pandemonium lord
521118 | Zig:23   | Noticed Rioquzukk the pandemonium lord
521118 | Zig:23   | Noticed Tukua the pandemonium lord
521118 | Zig:23   | Noticed Ocrentep the pandemonium lord
521118 | Zig:23   | Noticed Essikidi the pandemonium lord
521118 | Zig:23   | Noticed Nuribad the pandemonium lord
521119 | Zig:23   | Noticed Vemy the pandemonium lord
521119 | Zig:23   | Noticed Cyup Lob the pandemonium lord
521119 | Zig:23   | Noticed Niumiol the pandemonium lord
521119 | Zig:23   | Killed Galicum the pandemonium lord
521119 | Zig:23   | Killed Hipsa Sojall the pandemonium lord
521119 | Zig:23   | Killed Jemiang the pandemonium lord
521119 | Zig:23   | Killed Tevumev the pandemonium lord
521119 | Zig:23   | Killed Foecofuga the pandemonium lord
521119 | Zig:23   | Killed Rij Kino the pandemonium lord
521120 | Zig:23   | Noticed Duvaheaq the pandemonium lord
521120 | Zig:23   | Killed Pegerch the pandemonium lord
521120 | Zig:23   | Killed Siokeuwk the pandemonium lord
521120 | Zig:23   | Killed Nuribad the pandemonium lord
521120 | Zig:23   | Killed Essikidi the pandemonium lord
521121 | Zig:23   | Noticed Sougath the pandemonium lord
521121 | Zig:23   | Noticed Xiluskuh the pandemonium lord
521121 | Zig:23   | Noticed Putaidada the pandemonium lord
521121 | Zig:23   | Noticed Zavosol the pandemonium lord
521121 | Zig:23   | Noticed Xist the pandemonium lord
521121 | Zig:23   | Killed Neptag the pandemonium lord
521122 | Zig:23   | Noticed Ruipnai the pandemonium lord
521122 | Zig:23   | Killed Zalag the pandemonium lord
521122 | Zig:23   | Killed Conwarph the pandemonium lord
521122 | Zig:23   | Killed Xixtigramye the pandemonium lord
521122 | Zig:23   | Killed Xist the pandemonium lord
521122 | Zig:23   | Killed Cyup Lob the pandemonium lord
521123 | Zig:23   | Killed Rioquzukk the pandemonium lord
521124 | Zig:23   | Noticed Fukel the pandemonium lord
521124 | Zig:23   | Noticed Ezxiosau the pandemonium lord
521124 | Zig:23   | Noticed Teuruleo the pandemonium lord
521124 | Zig:23   | Noticed Vumef the pandemonium lord
521124 | Zig:23   | Killed Venu the pandemonium lord
521124 | Zig:23   | Killed Ocrentep the pandemonium lord
521124 | Zig:23   | Killed Ezxiosau the pandemonium lord
521124 | Zig:23   | Killed Fiumm the pandemonium lord
521124 | Zig:23   | Killed Uboibair the pandemonium lord
521124 | Zig:23   | Killed Irradew the pandemonium lord
521124 | Zig:23   | Killed Duvaheaq the pandemonium lord
521124 | Zig:23   | Killed Xiluskuh the pandemonium lord
521124 | Zig:23   | Killed Niumiol the pandemonium lord
521125 | Zig:23   | Noticed Nyqan the pandemonium lord
521125 | Zig:23   | Noticed Yfodib the pandemonium lord
521125 | Zig:23   | Noticed Meso the pandemonium lord
521125 | Zig:23   | Killed Vemy the pandemonium lord
521126 | Zig:23   | Killed Lafem the pandemonium lord
521126 | Zig:23   | Killed Hufadism the pandemonium lord
521126 | Zig:23   | Killed Ruipnai the pandemonium lord
521126 | Zig:23   | Killed Upuji the pandemonium lord
521126 | Zig:23   | Killed Goofetz the pandemonium lord
521127 | Zig:23   | Noticed Afiguc the pandemonium lord
521127 | Zig:23   | Noticed Mina the pandemonium lord
521127 | Zig:23   | Noticed Xex Vofu the pandemonium lord
521128 | Zig:23   | Noticed Hynyj the pandemonium lord
521128 | Zig:23   | Killed Orox the pandemonium lord
521128 | Zig:23   | Killed Zavosol the pandemonium lord
521128 | Zig:23   | Killed Hynyj the pandemonium lord
521128 | Zig:23   | Killed Meso the pandemonium lord
521128 | Zig:23   | Killed Nies the pandemonium lord
521128 | Zig:23   | Killed Fogokh the pandemonium lord
521128 | Zig:23   | Killed Zumnuisy the pandemonium lord
521129 | Zig:23   | Noticed Apuwnu the pandemonium lord
521129 | Zig:23   | Noticed Jercheimm the pandemonium lord
521129 | Zig:23   | Noticed Digah the pandemonium lord
521130 | Zig:23   | Noticed Tyinn the pandemonium lord
521131 | Zig:23   | Noticed Mymoi the pandemonium lord
521132 | Zig:23   | Noticed Suym the pandemonium lord
521132 | Zig:23   | Noticed Toppu the pandemonium lord
521132 | Zig:23   | Noticed Peisidwy the pandemonium lord
521132 | Zig:23   | Noticed Xycworir the pandemonium lord
521132 | Zig:23   | Noticed Becuih the pandemonium lord
521132 | Zig:23   | Killed Teuruleo the pandemonium lord
521132 | Zig:23   | Killed Tyinn the pandemonium lord
521133 | Zig:23   | Noticed Ebaacwy the pandemonium lord
521133 | Zig:23   | Noticed Evecimu the pandemonium lord
521134 | Zig:23   | Noticed Cyesaem the pandemonium lord
521134 | Zig:23   | Noticed Wagod the pandemonium lord
521135 | Zig:23   | Noticed Bistedug the pandemonium lord
521135 | Zig:23   | Noticed Leejuerph the pandemonium lord
521135 | Zig:23   | Killed Fukel the pandemonium lord
521135 | Zig:23   | Killed Tara the pandemonium lord
521137 | Zig:23   | Noticed Oqoe the pandemonium lord
521137 | Zig:23   | Noticed Weavisoq the pandemonium lord
521137 | Zig:23   | Killed Toppu the pandemonium lord
521139 | Zig:23   | Noticed Wicw the pandemonium lord
521140 | Zig:23   | Noticed Roenin the pandemonium lord
521140 | Zig:23   | Killed Becuih the pandemonium lord
521141 | Zig:23   | Noticed Yloce the pandemonium lord
521141 | Zig:23   | Noticed Hiduyvvo the pandemonium lord
521141 | Zig:23   | Killed Putaidada the pandemonium lord
521142 | Zig:23   | Killed Digah the pandemonium lord
521143 | Zig:23   | Killed Vumef the pandemonium lord
521143 | Zig:23   | Killed Dirap the pandemonium lord
521143 | Zig:23   | Killed Yfodib the pandemonium lord
521144 | Zig:23   | Noticed Facessamu the pandemonium lord
521144 | Zig:23   | Killed Zuajiack the pandemonium lord
521144 | Zig:23   | Killed Cyesaem the pandemonium lord
521145 | Zig:23   | Noticed Jogie the pandemonium lord
521145 | Zig:23   | Killed Tukua the pandemonium lord
521145 | Zig:23   | Killed Zel Duo the pandemonium lord
521145 | Zig:23   | Killed Jercheimm the pandemonium lord
521146 | Zig:23   | Noticed Ciguhol the pandemonium lord
521146 | Zig:23   | Killed Wuygg the pandemonium lord
521147 | Zig:23   | Killed Yloce the pandemonium lord
521148 | Zig:23   | Noticed Relibboopi the pandemonium lord
521148 | Zig:23   | Killed Sougath the pandemonium lord
521149 | Zig:23   | Noticed Veunamea the pandemonium lord
521149 | Zig:23   | Killed Wicw the pandemonium lord
521150 | Zig:23   | Noticed Cestil the pandemonium lord
521150 | Zig:23   | Noticed Guitz the pandemonium lord
521150 | Zig:23   | Noticed Odyeby the pandemonium lord
521151 | Zig:23   | Noticed Guitin the pandemonium lord
521151 | Zig:23   | Killed Afiguc the pandemonium lord
521151 | Zig:23   | Killed Mina the pandemonium lord
521151 | Zig:23   | Killed Peisidwy the pandemonium lord
521151 | Zig:23   | Killed Oqoe the pandemonium lord
521151 | Zig:23   | Killed Cetutoq the pandemonium lord
521151 | Zig:23   | Killed Weavisoq the pandemonium lord
521151 | Zig:23   | Killed Xex Vofu the pandemonium lord
521151 | Zig:23   | Killed Suym the pandemonium lord
521152 | Zig:23   | Noticed Zen Nud the pandemonium lord
521152 | Zig:23   | Noticed Larekk the pandemonium lord
521153 | Zig:23   | Noticed Dikeor Gore the pandemonium lord
521153 | Zig:23   | Noticed Pink the pandemonium lord
521153 | Zig:23   | Noticed Zyest the pandemonium lord
521154 | Zig:23   | Noticed Oguch the pandemonium lord
521154 | Zig:23   | Killed Nyqan the pandemonium lord
521155 | Zig:23   | Noticed Vojezxuru the pandemonium lord
521156 | Zig:23   | Noticed Timeol the pandemonium lord
521157 | Zig:23   | Noticed Ligap the pandemonium lord
521158 | Zig:23   | Noticed Icoam the pandemonium lord
521158 | Zig:23   | Noticed Gybb the pandemonium lord
521159 | Zig:23   | Noticed Licos the pandemonium lord
521159 | Zig:23   | Noticed Lituupp the pandemonium lord
521160 | Zig:23   | Noticed Noeh the pandemonium lord
521162 | Zig:23   | Noticed Alujir the pandemonium lord
521162 | Zig:23   | Killed Apuwnu the pandemonium lord
521163 | Zig:23   | Noticed Vaneehauceo the pandemonium lord
521163 | Zig:23   | Noticed Filuonwe the pandemonium lord
521163 | Zig:23   | Killed Hiduyvvo the pandemonium lord
521164 | Zig:23   | Killed Xycworir the pandemonium lord
521165 | Zig:23   | Killed Larekk the pandemonium lord
521166 | Zig:23   | Killed Leejuerph the pandemonium lord
521167 | Zig:23   | Noticed Guyggeffo the pandemonium lord
521167 | Zig:23   | Noticed Erghinga the pandemonium lord
521168 | Zig:23   | Noticed Pipyhec the pandemonium lord
521168 | Zig:23   | Noticed Yminafub the pandemonium lord
521168 | Zig:23   | Killed Mymoi the pandemonium lord
521168 | Zig:23   | Killed Guitz the pandemonium lord
521168 | Zig:23   | Killed Jogie the pandemonium lord
521168 | Zig:23   | Killed Ebaacwy the pandemonium lord
521168 | Zig:23   | Killed Roenin the pandemonium lord
521169 | Zig:23   | Noticed Fil Zuofo the pandemonium lord
521170 | Zig:23   | Noticed Vaqam the pandemonium lord
521170 | Zig:23   | Killed Noeh the pandemonium lord
521170 | Zig:23   | Killed Ciguhol the pandemonium lord
521170 | Zig:23   | Killed Odyeby the pandemonium lord
521170 | Zig:23   | Killed Guitin the pandemonium lord
521170 | Zig:23   | Noticed Aguggavo the pandemonium lord
521172 | Zig:23   | Killed Erghinga the pandemonium lord
521172 | Zig:23   | Killed Wagod the pandemonium lord
521172 | Zig:23   | Killed Timeol the pandemonium lord
521172 | Zig:23   | Killed Bistedug the pandemonium lord
521172 | Zig:23   | Killed Vaqam the pandemonium lord
521173 | Zig:23   | Noticed Suicuelu the pandemonium lord
521173 | Zig:23   | Noticed Jacw the pandemonium lord
521173 | Zig:23   | Killed Oguch the pandemonium lord
521173 | Zig:23   | Killed Lituupp the pandemonium lord
521174 | Zig:23   | Noticed Zafoqaf the pandemonium lord
521174 | Zig:23   | Noticed Ukiru the pandemonium lord
521174 | Zig:23   | Noticed Doostrom the pandemonium lord
521174 | Zig:23   | Noticed Aturaash the pandemonium lord
521175 | Zig:23   | Noticed Uzuetej the pandemonium lord
521175 | Zig:23   | Noticed Wounump the pandemonium lord
521175 | Zig:23   | Noticed Coirot the pandemonium lord
521176 | Zig:23   | Noticed Meigygown the pandemonium lord
521178 | Zig:23   | Noticed Hoemaish the pandemonium lord
521178 | Zig:23   | Killed Filuonwe the pandemonium lord
521178 | Zig:23   | Killed Facessamu the pandemonium lord
521178 | Zig:23   | Killed Vaneehauceo the pandemonium lord
521178 | Zig:23   | Killed Ligap the pandemonium lord
521178 | Zig:23   | Killed Aguggavo the pandemonium lord
521178 | Zig:23   | Killed Zyest the pandemonium lord
521178 | Zig:23   | Killed Gybb the pandemonium lord
521178 | Zig:23   | Killed Licos the pandemonium lord
521178 | Zig:23   | Killed Desixal the pandemonium lord
521179 | Zig:23   | Noticed Palarac the pandemonium lord
521179 | Zig:23   | Noticed Pepnom the pandemonium lord
521179 | Zig:23   | Noticed Qizut the pandemonium lord
521179 | Zig:23   | Killed Ukiru the pandemonium lord
521179 | Zig:23   | Killed Icoam the pandemonium lord
521180 | Zig:23   | Noticed Haenieg the pandemonium lord
521180 | Zig:23   | Killed Dikeor Gore the pandemonium lord
521180 | Zig:23   | Killed Doostrom the pandemonium lord
521180 | Zig:23   | Killed Suicuelu the pandemonium lord
521181 | Zig:23   | Killed Wounump the pandemonium lord
521181 | Zig:23   | Killed Zafoqaf the pandemonium lord
521181 | Zig:23   | Killed Veunamea the pandemonium lord
521181 | Zig:23   | Killed Cestil the pandemonium lord
521181 | Zig:23   | Killed Pepnom the pandemonium lord
521182 | Zig:23   | Noticed Paxtu the pandemonium lord
521182 | Zig:23   | Noticed Witedeiw the pandemonium lord
521182 | Zig:23   | Noticed Gomaem the pandemonium lord
521182 | Zig:23   | Noticed Socyiffe the pandemonium lord
521182 | Zig:23   | Noticed Koyhim the pandemonium lord
521182 | Zig:23   | Killed Vojezxuru the pandemonium lord
521182 | Zig:23   | Killed Alujir the pandemonium lord
521182 | Zig:23   | Killed Zen Nud the pandemonium lord
521182 | Zig:23   | Killed Haenieg the pandemonium lord
521182 | Zig:23   | Killed Hoemaish the pandemonium lord
521182 | Zig:23   | Killed Palarac the pandemonium lord
521183 | Zig:23   | Noticed Uhyisits the pandemonium lord
521183 | Zig:23   | Noticed Cimucrao the pandemonium lord
521183 | Zig:23   | Noticed Opuoneo the pandemonium lord
521184 | Zig:23   | Noticed Fusigu Omuxa the pandemonium lord
521185 | Zig:23   | Killed Coirot the pandemonium lord
521186 | Zig:23   | Killed Qizut the pandemonium lord
521187 | Zig:23   | Noticed Viejiuk the pandemonium lord
521187 | Zig:23   | Noticed Tyuduuf the pandemonium lord
521187 | Zig:23   | Noticed Qosoihuj the pandemonium lord
521188 | Zig:23   | Noticed Xiolus the pandemonium lord
521188 | Zig:23   | Killed Witedeiw the pandemonium lord
521189 | Zig:23   | Noticed Irafat the pandemonium lord
521189 | Zig:23   | Noticed Puenekkey the pandemonium lord
521192 | Zig:23   | Killed Pipyhec the pandemonium lord
521193 | Zig:23   | Noticed Ywoob the pandemonium lord
521193 | Zig:23   | Noticed Tooler the pandemonium lord
521193 | Zig:23   | Killed Guyggeffo the pandemonium lord
521196 | Zig:23   | Killed Yminafub the pandemonium lord
521196 | Zig:23   | Killed Pink the pandemonium lord
521197 | Zig:23   | Noticed Zimenach the pandemonium lord
521199 | Zig:23   | Killed Gomaem the pandemonium lord
521201 | Zig:23   | Noticed Atorehus the pandemonium lord
521201 | Zig:23   | Noticed Kid Ycan the pandemonium lord
521201 | Zig:23   | Noticed Ymeut the pandemonium lord
521201 | Zig:23   | Killed Qosoihuj the pandemonium lord
521201 | Zig:23   | Killed Fil Zuofo the pandemonium lord
521203 | Zig:23   | Noticed Lucygh the pandemonium lord
521204 | Zig:23   | Noticed Enatasok the pandemonium lord
521204 | Zig:23   | Killed Meigygown the pandemonium lord
521204 | Zig:23   | Killed Koyhim the pandemonium lord
521205 | Zig:23   | Killed Jacw the pandemonium lord
521206 | Zig:23   | Noticed Jotastax the pandemonium lord
521206 | Zig:23   | Noticed Oppaov the pandemonium lord
521206 | Zig:23   | Killed Tyuduuf the pandemonium lord
521206 | Zig:23   | Killed Niyntel the pandemonium lord
521207 | Zig:23   | Killed Relibboopi the pandemonium lord
521207 | Zig:23   | Killed Viejiuk the pandemonium lord
521209 | Zig:23   | Noticed Lon Junel the pandemonium lord
521211 | Zig:23   | Noticed Apuptyul the pandemonium lord
521211 | Zig:23   | Killed Fusigu Omuxa the pandemonium lord
521211 | Zig:23   | Killed Kid Ycan the pandemonium lord
521211 | Zig:23   | Killed Lucygh the pandemonium lord
521211 | Zig:23   | Killed Puenekkey the pandemonium lord
521211 | Zig:23   | Killed Ywoob the pandemonium lord
521211 | Zig:23   | Killed Egaidi the pandemonium lord
521211 | Zig:23   | Killed Tooler the pandemonium lord
521213 | Zig:23   | Noticed Dacit the pandemonium lord
521214 | Zig:23   | Noticed Mytetini the pandemonium lord
521214 | Zig:23   | Killed Irafat the pandemonium lord
521214 | Zig:23   | Killed Uzuetej the pandemonium lord
521214 | Zig:23   | Killed Socyiffe the pandemonium lord
521214 | Zig:23   | Killed Yzakhlaj the pandemonium lord
521214 | Zig:23   | Killed Atorehus the pandemonium lord
521214 | Zig:23   | Killed Napt the pandemonium lord
521214 | Zig:23   | Killed Ymeut the pandemonium lord
521214 | Zig:23   | Killed Oppaov the pandemonium lord
521214 | Zig:23   | Killed Paxtu the pandemonium lord
521214 | Zig:23   | Killed Leuttig the pandemonium lord
521215 | Zig:23   | Noticed Omoav the pandemonium lord
521215 | Zig:23   | Killed Xiolus the pandemonium lord
521215 | Zig:23   | Killed Aturaash the pandemonium lord
521215 | Zig:23   | Killed Evecimu the pandemonium lord
521217 | Zig:23   | Noticed Mism the pandemonium lord
521217 | Zig:23   | Noticed Masael the pandemonium lord
521218 | Zig:23   | Noticed Gur Meir the pandemonium lord
521219 | Zig:23   | Killed Uhyisits the pandemonium lord
521219 | Zig:23   | Killed Enatasok the pandemonium lord
521219 | Zig:23   | Killed Mytetini the pandemonium lord
521219 | Zig:23   | Killed Opuoneo the pandemonium lord
521219 | Zig:23   | Killed Zimenach the pandemonium lord
521219 | Zig:23   | Noticed Lapouf the pandemonium lord
521220 | Zig:23   | Noticed Mupnot the pandemonium lord
521220 | Zig:23   | Killed Cimucrao the pandemonium lord
521222 | Zig:23   | Noticed Uhyqir the pandemonium lord
521222 | Zig:23   | Noticed Osiocurph the pandemonium lord
521222 | Zig:23   | Noticed Poshof the pandemonium lord
521222 | Zig:23   | Noticed Yshrojare the pandemonium lord
521222 | Zig:23   | Noticed Caafaxad the pandemonium lord
521222 | Zig:23   | Killed Deibe the pandemonium lord
521223 | Zig:23   | Noticed Cauny the pandemonium lord
521223 | Zig:23   | Noticed Ujois the pandemonium lord
521224 | Zig:23   | Noticed Qekuixt the pandemonium lord
521224 | Zig:23   | Noticed Inoi the pandemonium lord
521224 | Zig:23   | Killed Lon Junel the pandemonium lord
521225 | Zig:23   | Noticed Astraun the pandemonium lord
521225 | Zig:23   | Noticed Ropleof the pandemonium lord
521225 | Zig:23   | Noticed Dusih the pandemonium lord
521225 | Zig:23   | Killed Mism the pandemonium lord
521226 | Zig:23   | Killed Masael the pandemonium lord
521227 | Zig:23   | Noticed Qelil the pandemonium lord
521227 | Zig:23   | Killed Omoav the pandemonium lord
521228 | Zig:23   | Noticed Zygynill the pandemonium lord
521229 | Zig:23   | Noticed Xirgh the pandemonium lord
521229 | Zig:23   | Killed Yshrojare the pandemonium lord
521230 | Zig:23   | Killed Astraun the pandemonium lord
521232 | Zig:23   | Killed Dacit the pandemonium lord
521233 | Zig:23   | Noticed Puored the pandemonium lord
521233 | Zig:23   | Killed Qelil the pandemonium lord
521234 | Zig:23   | Noticed Fapeynof the pandemonium lord
521234 | Zig:23   | Noticed Hyfobo the pandemonium lord
521234 | Zig:23   | Killed Gur Meir the pandemonium lord
521234 | Zig:23   | Killed Mupnot the pandemonium lord
521234 | Zig:23   | Killed Ropleof the pandemonium lord
521234 | Zig:23   | Killed Apuptyul the pandemonium lord
521234 | Zig:23   | Killed Poshof the pandemonium lord
521234 | Zig:23   | Killed Qekuixt the pandemonium lord
521235 | Zig:23   | Noticed Bosuoc the pandemonium lord
521235 | Zig:23   | Noticed Dunit the pandemonium lord
521235 | Zig:23   | Noticed Xeurerr the pandemonium lord
521235 | Zig:23   | Noticed Tirrevaofi the pandemonium lord
521235 | Zig:23   | Noticed Voamyo Ikokh the pandemonium lord
521235 | Zig:23   | Killed Inoi the pandemonium lord
521235 | Zig:23   | Killed Caafaxad the pandemonium lord
521235 | Zig:23   | Killed Jotastax the pandemonium lord
521235 | Zig:23   | Killed Cauny the pandemonium lord
521235 | Zig:23   | Killed Xirgh the pandemonium lord
521235 | Zig:23   | Killed Lapouf the pandemonium lord
521235 | Zig:23   | Killed Ujois the pandemonium lord
521235 | Zig:23   | Killed Uhyqir the pandemonium lord
521235 | Zig:23   | Killed Zygynill the pandemonium lord
521236 | Zig:23   | Noticed Uqimp the pandemonium lord
521236 | Zig:23   | Noticed Muisicu the pandemonium lord
521236 | Zig:23   | Killed Fapeynof the pandemonium lord
521236 | Zig:23   | Killed Dusih the pandemonium lord
521237 | Zig:23   | Noticed Wyl Ufur the pandemonium lord
521237 | Zig:23   | Noticed Viashaim the pandemonium lord
521237 | Zig:23   | Noticed Odis the pandemonium lord
521238 | Zig:23   | Noticed Osagah the pandemonium lord
521238 | Zig:23   | Killed Voamyo Ikokh the pandemonium lord
521240 | Zig:23   | Killed Tirrevaofi the pandemonium lord
521240 | Zig:23   | Killed Muisicu the pandemonium lord
521240 | Zig:23   | Killed Odis the pandemonium lord
521240 | Zig:23   | Killed Puored the pandemonium lord
521241 | Zig:23   | Noticed Eveazxax the pandemonium lord
521241 | Zig:23   | Killed Dunit the pandemonium lord
521241 | Zig:23   | Killed Hyfobo the pandemonium lord
521241 | Zig:23   | Killed Osiocurph the pandemonium lord
521242 | Zig:23   | Noticed Vusutul the pandemonium lord
521243 | Zig:23   | Noticed Sakhlups the pandemonium lord
521244 | Zig:23   | Noticed Rowom the pandemonium lord
521244 | Zig:23   | Noticed Nylierie the pandemonium lord
521244 | Zig:23   | Noticed Qifri the pandemonium lord
521244 | Zig:23   | Noticed Weijal the pandemonium lord
521244 | Zig:23   | Noticed Toem the pandemonium lord
521245 | Zig:23   | Noticed Miruaschu the pandemonium lord
521246 | Zig:23   | Noticed Alexeocsu the pandemonium lord
521246 | Zig:23   | Noticed Wodoxtal the pandemonium lord
521246 | Zig:23   | Noticed Zuf Abre the pandemonium lord
521248 | Zig:23   | Noticed Feloups the pandemonium lord
521248 | Zig:23   | Noticed Kithima the pandemonium lord
521248 | Zig:23   | Noticed Jatanyl the pandemonium lord
521249 | Zig:23   | Noticed Atouk the pandemonium lord
521249 | Zig:23   | Noticed Dygi the pandemonium lord
521249 | Zig:23   | Killed Osagah the pandemonium lord
521249 | Zig:23   | Killed Miruaschu the pandemonium lord
521249 | Zig:23   | Killed Sakhlups the pandemonium lord
521249 | Zig:23   | Killed Xeurerr the pandemonium lord
521250 | Zig:23   | Killed Wodoxtal the pandemonium lord
521251 | Zig:23   | Noticed Ezejag the pandemonium lord
521251 | Zig:23   | Noticed Waonoori the pandemonium lord
521252 | Zig:23   | Killed Wyl Ufur the pandemonium lord
521252 | Zig:23   | Killed Bosuoc the pandemonium lord
521252 | Zig:23   | Killed Etaddina the pandemonium lord
521253 | Zig:23   | Noticed Quecves the pandemonium lord
521253 | Zig:23   | Noticed Ruamiluz the pandemonium lord
521253 | Zig:23   | Killed Weijal the pandemonium lord
521253 | Zig:23   | Killed Feloups the pandemonium lord
521253 | Zig:23   | Killed Viashaim the pandemonium lord
521253 | Zig:23   | Killed Jatanyl the pandemonium lord
521253 | Zig:23   | Killed Eveazxax the pandemonium lord
521253 | Zig:23   | Killed Uqimp the pandemonium lord
521253 | Zig:23   | Killed Qifri the pandemonium lord
521253 | Zig:23   | Killed Alexeocsu the pandemonium lord
521253 | Zig:23   | Killed Nylierie the pandemonium lord
521253 | Zig:23   | Killed Atouk the pandemonium lord
521253 | Zig:23   | Killed Toem the pandemonium lord
521253 | Zig:23   | Killed Dygi the pandemonium lord
521254 | Zig:23   | Noticed Nesoa the pandemonium lord
521254 | Zig:23   | Noticed Qintyu the pandemonium lord
521255 | Zig:23   | Noticed Recesac the pandemonium lord
521255 | Zig:23   | Noticed Qirghubb the pandemonium lord
521255 | Zig:23   | Noticed Myakyuss the pandemonium lord
521255 | Zig:23   | Killed Ezejag the pandemonium lord
521256 | Zig:23   | Noticed Nest the pandemonium lord
521256 | Zig:23   | Noticed Ihiaxici the pandemonium lord
521256 | Zig:23   | Killed Vusutul the pandemonium lord
521259 | Zig:23   | Killed Quecves the pandemonium lord
521260 | Zig:23   | Noticed Haridas the pandemonium lord
521260 | Zig:23   | Noticed Fyafica the pandemonium lord
521260 | Zig:23   | Killed Ruamiluz the pandemonium lord
521261 | Zig:23   | Killed Waonoori the pandemonium lord
521261 | Zig:23   | Killed Kithima the pandemonium lord
521261 | Zig:23   | Killed Ihiaxici the pandemonium lord
521263 | Zig:23   | Noticed Puockepn the pandemonium lord
521263 | Zig:23   | Noticed Ikibois the pandemonium lord
521263 | Zig:23   | Killed Zuf Abre the pandemonium lord
521264 | Zig:23   | Noticed Focauloe the pandemonium lord
521264 | Zig:23   | Noticed Zizat the pandemonium lord
521264 | Zig:23   | Killed Myakyuss the pandemonium lord
521264 | Zig:23   | Killed Recesac the pandemonium lord
521265 | Zig:23   | Killed Nesoa the pandemonium lord
521266 | Zig:23   | Noticed Hethum the pandemonium lord
521266 | Zig:23   | Killed Rowom the pandemonium lord
521266 | Zig:23   | Killed Haridas the pandemonium lord
521268 | Zig:23   | Noticed Foomubec the pandemonium lord
521268 | Zig:23   | Noticed Doaci the pandemonium lord
521269 | Zig:23   | Noticed Suarphaen the pandemonium lord
521269 | Zig:23   | Killed Qirghubb the pandemonium lord
521269 | Zig:23   | Killed Fyafica the pandemonium lord
521269 | Zig:23   | Killed Puockepn the pandemonium lord
521270 | Zig:23   | Noticed Esiesh the pandemonium lord
521270 | Zig:23   | Killed Focauloe the pandemonium lord
521271 | Zig:23   | Noticed Xusemeps the pandemonium lord
521271 | Zig:23   | Noticed Ineavak the pandemonium lord
521271 | Zig:23   | Killed Suarphaen the pandemonium lord
521273 | Zig:23   | Killed Zizat the pandemonium lord
521273 | Zig:23   | Killed Doaci the pandemonium lord
521274 | Zig:23   | Noticed Xegan the pandemonium lord
521275 | Zig:23   | Noticed Paddut the pandemonium lord
521275 | Zig:23   | Killed Qintyu the pandemonium lord
521276 | Zig:23   | Noticed Bacohouge the pandemonium lord
521277 | Zig:23   | Noticed Lomeeske the pandemonium lord
521277 | Zig:23   | Noticed Exut the pandemonium lord
521277 | Zig:23   | Killed Xegan the pandemonium lord
521278 | Zig:23   | Noticed Kepasyira the pandemonium lord
521278 | Zig:23   | Killed Bacohouge the pandemonium lord
521278 | Zig:23   | Killed Esiesh the pandemonium lord
521278 | Zig:23   | Killed Nest the pandemonium lord
521278 | Zig:23   | Killed Ikibois the pandemonium lord
521279 | Zig:23   | Killed Xusemeps the pandemonium lord
521280 | Zig:23   | Noticed Nyopethru the pandemonium lord
521281 | Zig:23   | Killed Hethum the pandemonium lord
521282 | Zig:23   | Killed Foomubec the pandemonium lord
521283 | Zig:23   | Killed Exut the pandemonium lord
521283 | Zig:23   | Killed Paddut the pandemonium lord
521284 | Zig:23   | Killed Kepasyira the pandemonium lord
521284 | Zig:23   | Killed Nyopethru the pandemonium lord
521287 | Zig:23   | Killed Ineavak the pandemonium lord
521287 | Zig:23   | Killed Lomeeske the pandemonium lord
521293 | Zig:23   | Noticed Qeshra the pandemonium lord
521293 | Zig:23   | Killed Qeshra the pandemonium lord
521418 | Zig:23   | Got a glittering platinum ring
521420 | Zig:23   | Identified the ring "Dituos" {rC- rN+++ MR+ Slay+5 Stlth-} (You found it on level 23 of a ziggurat)
521434 | Zig:23   | Got a wavering jade ring
521435 | Zig:23   | Identified the ring "Xyextyoh" {rCorr rPois rF- rC+ Str+4} (You found it on level 23 of a ziggurat)
521550 | Zig:24   | Entered Level 24 of a ziggurat
521552 | Zig:24   | Noticed a greater mummy
521552 | Zig:24   | Noticed a greater mummy
521553 | Zig:24   | Noticed a greater mummy
521554 | Zig:24   | Noticed a greater mummy
521554 | Zig:24   | Noticed a greater mummy
521554 | Zig:24   | Noticed a greater mummy
521555 | Zig:24   | Noticed a greater mummy
521555 | Zig:24   | Noticed a greater mummy
521555 | Zig:24   | Noticed a greater mummy
521555 | Zig:24   | Noticed a greater mummy
521555 | Zig:24   | Noticed a greater mummy
521557 | Zig:24   | Noticed a greater mummy
521557 | Zig:24   | Noticed a greater mummy
521557 | Zig:24   | Noticed a greater mummy
521557 | Zig:24   | Killed a greater mummy
521557 | Zig:24   | Killed a greater mummy
521557 | Zig:24   | Killed a greater mummy
521557 | Zig:24   | Killed a greater mummy
521557 | Zig:24   | Killed a greater mummy
521557 | Zig:24   | Killed a greater mummy
521558 | Zig:24   | Noticed a greater mummy
521558 | Zig:24   | Killed a greater mummy
521559 | Zig:24   | Noticed a greater mummy
521559 | Zig:24   | Killed a greater mummy
521559 | Zig:24   | Killed a greater mummy
521559 | Zig:24   | Killed a greater mummy
521559 | Zig:24   | Killed a greater mummy
521559 | Zig:24   | Killed a greater mummy
521560 | Zig:24   | Noticed a greater mummy
521560 | Zig:24   | Killed a greater mummy
521560 | Zig:24   | Killed a greater mummy
521561 | Zig:24   | Noticed a greater mummy
521561 | Zig:24   | Noticed a greater mummy
521561 | Zig:24   | Noticed a greater mummy
521561 | Zig:24   | Noticed a greater mummy
521561 | Zig:24   | Noticed a greater mummy
521562 | Zig:24   | Noticed a greater mummy
521562 | Zig:24   | Noticed a greater mummy
521562 | Zig:24   | Noticed a greater mummy
521562 | Zig:24   | Noticed a greater mummy
521562 | Zig:24   | Noticed a greater mummy
521563 | Zig:24   | Noticed a greater mummy
521563 | Zig:24   | Noticed a greater mummy
521563 | Zig:24   | Killed a greater mummy
521563 | Zig:24   | Killed a greater mummy
521563 | Zig:24   | Killed a greater mummy
521563 | Zig:24   | Killed a greater mummy
521564 | Zig:24   | Noticed a greater mummy
521564 | Zig:24   | Noticed a greater mummy
521564 | Zig:24   | Killed a greater mummy
521564 | Zig:24   | Killed a greater mummy
521565 | Zig:24   | Noticed a greater mummy
521565 | Zig:24   | Killed a greater mummy
521565 | Zig:24   | Killed a greater mummy
521565 | Zig:24   | Killed a greater mummy
521565 | Zig:24   | Killed a greater mummy
521566 | Zig:24   | Noticed a greater mummy
521566 | Zig:24   | Noticed a greater mummy
521566 | Zig:24   | Killed a greater mummy
521566 | Zig:24   | Killed a greater mummy
521566 | Zig:24   | Killed a greater mummy
521566 | Zig:24   | Killed a greater mummy
521566 | Zig:24   | Killed a greater mummy
521566 | Zig:24   | Killed a greater mummy
521567 | Zig:24   | Noticed a greater mummy
521567 | Zig:24   | Noticed a greater mummy
521567 | Zig:24   | Noticed a greater mummy
521567 | Zig:24   | Killed a greater mummy
521567 | Zig:24   | Killed a greater mummy
521568 | Zig:24   | Noticed a greater mummy
521569 | Zig:24   | Noticed a greater mummy
521569 | Zig:24   | Noticed a greater mummy
521569 | Zig:24   | Noticed a greater mummy
521569 | Zig:24   | Noticed a greater mummy
521569 | Zig:24   | Noticed a greater mummy
521569 | Zig:24   | Noticed a greater mummy
521569 | Zig:24   | Noticed a greater mummy
521569 | Zig:24   | Noticed a greater mummy
521569 | Zig:24   | Noticed a greater mummy
521570 | Zig:24   | Noticed a greater mummy
521570 | Zig:24   | Killed a greater mummy
521570 | Zig:24   | Killed a greater mummy
521570 | Zig:24   | Killed a greater mummy
521571 | Zig:24   | Noticed a greater mummy
521571 | Zig:24   | Noticed a greater mummy
521571 | Zig:24   | Noticed a greater mummy
521571 | Zig:24   | Noticed a greater mummy
521571 | Zig:24   | Noticed a greater mummy
521571 | Zig:24   | Noticed a greater mummy
521571 | Zig:24   | Killed a greater mummy
521571 | Zig:24   | Killed a greater mummy
521572 | Zig:24   | Noticed a greater mummy
521572 | Zig:24   | Noticed a greater mummy
521572 | Zig:24   | Noticed a greater mummy
521572 | Zig:24   | Killed a greater mummy
521572 | Zig:24   | Killed a greater mummy
521572 | Zig:24   | Killed a greater mummy
521573 | Zig:24   | Noticed a greater mummy
521573 | Zig:24   | Noticed a greater mummy
521573 | Zig:24   | Noticed a greater mummy
521573 | Zig:24   | Noticed a greater mummy
521573 | Zig:24   | Noticed a greater mummy
521573 | Zig:24   | Noticed a greater mummy
521573 | Zig:24   | Noticed a greater mummy
521573 | Zig:24   | Noticed a greater mummy
521573 | Zig:24   | Killed a greater mummy
521573 | Zig:24   | Killed a greater mummy
521573 | Zig:24   | Killed a greater mummy
521573 | Zig:24   | Killed a greater mummy
521573 | Zig:24   | Killed a greater mummy
521574 | Zig:24   | Noticed a greater mummy
521574 | Zig:24   | Killed a greater mummy
521574 | Zig:24   | Killed a greater mummy
521574 | Zig:24   | Killed a greater mummy
521574 | Zig:24   | Killed a greater mummy
521574 | Zig:24   | Killed a greater mummy
521574 | Zig:24   | Killed a greater mummy
521574 | Zig:24   | Killed a greater mummy
521574 | Zig:24   | Killed a greater mummy
521574 | Zig:24   | Killed a greater mummy
521574 | Zig:24   | Killed a greater mummy
521574 | Zig:24   | Killed a greater mummy
521574 | Zig:24   | Killed a greater mummy
521574 | Zig:24   | Killed a greater mummy
521574 | Zig:24   | Killed a greater mummy
521574 | Zig:24   | Killed a greater mummy
521574 | Zig:24   | Killed a greater mummy
521574 | Zig:24   | Killed a greater mummy
521574 | Zig:24   | Killed a greater mummy
521575 | Zig:24   | Noticed a greater mummy
521575 | Zig:24   | Noticed a greater mummy
521575 | Zig:24   | Noticed a greater mummy
521575 | Zig:24   | Noticed a greater mummy
521575 | Zig:24   | Noticed a greater mummy
521576 | Zig:24   | Noticed a greater mummy
521576 | Zig:24   | Noticed a greater mummy
521576 | Zig:24   | Noticed a greater mummy
521576 | Zig:24   | Noticed a greater mummy
521576 | Zig:24   | Noticed a greater mummy
521576 | Zig:24   | Killed a greater mummy
521576 | Zig:24   | Killed a greater mummy
521576 | Zig:24   | Killed a greater mummy
521577 | Zig:24   | Noticed a greater mummy
521577 | Zig:24   | Noticed a greater mummy
521577 | Zig:24   | Noticed a greater mummy
521578 | Zig:24   | Noticed a greater mummy
521578 | Zig:24   | Killed a greater mummy
521578 | Zig:24   | Killed a greater mummy
521578 | Zig:24   | Killed a greater mummy
521578 | Zig:24   | Killed a greater mummy
521578 | Zig:24   | Killed a greater mummy
521579 | Zig:24   | Noticed a greater mummy
521579 | Zig:24   | Noticed a greater mummy
521579 | Zig:24   | Noticed a greater mummy
521579 | Zig:24   | Noticed a greater mummy
521579 | Zig:24   | Noticed a greater mummy
521579 | Zig:24   | Killed a greater mummy
521579 | Zig:24   | Killed a greater mummy
521579 | Zig:24   | Killed a greater mummy
521580 | Zig:24   | Noticed a greater mummy
521580 | Zig:24   | Noticed a greater mummy
521580 | Zig:24   | Noticed a greater mummy
521580 | Zig:24   | Noticed a greater mummy
521580 | Zig:24   | Noticed a greater mummy
521580 | Zig:24   | Killed a greater mummy
521580 | Zig:24   | Killed a greater mummy
521580 | Zig:24   | Killed a greater mummy
521580 | Zig:24   | Killed a greater mummy
521581 | Zig:24   | Noticed a greater mummy
521581 | Zig:24   | Noticed a greater mummy
521581 | Zig:24   | Noticed a greater mummy
521581 | Zig:24   | Noticed a greater mummy
521582 | Zig:24   | Noticed a greater mummy
521582 | Zig:24   | Noticed a greater mummy
521582 | Zig:24   | Noticed a greater mummy
521583 | Zig:24   | Noticed a greater mummy
521583 | Zig:24   | Noticed a greater mummy
521583 | Zig:24   | Killed a greater mummy
521583 | Zig:24   | Killed a greater mummy
521583 | Zig:24   | Killed a greater mummy
521583 | Zig:24   | Killed a greater mummy
521583 | Zig:24   | Killed a greater mummy
521583 | Zig:24   | Killed a greater mummy
521583 | Zig:24   | Killed a greater mummy
521584 | Zig:24   | Noticed a greater mummy
521584 | Zig:24   | Noticed a greater mummy
521584 | Zig:24   | Noticed a greater mummy
521584 | Zig:24   | Noticed a greater mummy
521584 | Zig:24   | Noticed a greater mummy
521584 | Zig:24   | Noticed a greater mummy
521584 | Zig:24   | Killed a greater mummy
521585 | Zig:24   | Noticed a greater mummy
521585 | Zig:24   | Noticed a greater mummy
521585 | Zig:24   | Killed a greater mummy
521585 | Zig:24   | Killed a greater mummy
521585 | Zig:24   | Killed a greater mummy
521585 | Zig:24   | Killed a greater mummy
521585 | Zig:24   | Killed a greater mummy
521585 | Zig:24   | Killed a greater mummy
521585 | Zig:24   | Killed a greater mummy
521585 | Zig:24   | Killed a greater mummy
521586 | Zig:24   | Noticed a greater mummy
521586 | Zig:24   | Noticed a greater mummy
521586 | Zig:24   | Noticed a greater mummy
521586 | Zig:24   | Killed a greater mummy
521586 | Zig:24   | Killed a greater mummy
521586 | Zig:24   | Killed a greater mummy
521586 | Zig:24   | Killed a greater mummy
521587 | Zig:24   | Noticed a greater mummy
521587 | Zig:24   | Noticed a greater mummy
521587 | Zig:24   | Noticed a greater mummy
521587 | Zig:24   | Noticed a greater mummy
521587 | Zig:24   | Noticed a greater mummy
521587 | Zig:24   | Killed a greater mummy
521587 | Zig:24   | Killed a greater mummy
521587 | Zig:24   | Killed a greater mummy
521587 | Zig:24   | Killed a greater mummy
521588 | Zig:24   | Noticed a greater mummy
521588 | Zig:24   | Noticed a greater mummy
521588 | Zig:24   | Noticed a greater mummy
521588 | Zig:24   | Noticed a greater mummy
521588 | Zig:24   | Noticed a greater mummy
521588 | Zig:24   | Noticed a greater mummy
521588 | Zig:24   | Noticed a greater mummy
521588 | Zig:24   | Noticed a greater mummy
521589 | Zig:24   | Killed a greater mummy
521589 | Zig:24   | Killed a greater mummy
521589 | Zig:24   | Killed a greater mummy
521589 | Zig:24   | Killed a greater mummy
521589 | Zig:24   | Killed a greater mummy
521589 | Zig:24   | Killed a greater mummy
521590 | Zig:24   | Noticed a greater mummy
521590 | Zig:24   | Noticed a greater mummy
521590 | Zig:24   | Killed a greater mummy
521590 | Zig:24   | Killed a greater mummy
521590 | Zig:24   | Killed a greater mummy
521590 | Zig:24   | Killed a greater mummy
521590 | Zig:24   | Killed a greater mummy
521590 | Zig:24   | Killed a greater mummy
521590 | Zig:24   | Killed a greater mummy
521590 | Zig:24   | Killed a greater mummy
521590 | Zig:24   | Killed a greater mummy
521591 | Zig:24   | Noticed a greater mummy
521591 | Zig:24   | Noticed a greater mummy
521591 | Zig:24   | Killed a greater mummy
521591 | Zig:24   | Killed a greater mummy
521592 | Zig:24   | Killed a greater mummy
521592 | Zig:24   | Killed a greater mummy
521592 | Zig:24   | Killed a greater mummy
521592 | Zig:24   | Killed a greater mummy
521592 | Zig:24   | Killed a greater mummy
521593 | Zig:24   | Noticed a greater mummy
521593 | Zig:24   | Noticed a greater mummy
521593 | Zig:24   | Killed a greater mummy
521594 | Zig:24   | Noticed a greater mummy
521594 | Zig:24   | Noticed a greater mummy
521594 | Zig:24   | Noticed a greater mummy
521594 | Zig:24   | Noticed a greater mummy
521596 | Zig:24   | Noticed a greater mummy
521596 | Zig:24   | Noticed a greater mummy
521597 | Zig:24   | Noticed a greater mummy
521597 | Zig:24   | Killed a greater mummy
521597 | Zig:24   | Killed a greater mummy
521597 | Zig:24   | Killed a greater mummy
521597 | Zig:24   | Killed a greater mummy
521597 | Zig:24   | Killed a greater mummy
521597 | Zig:24   | Killed a greater mummy
521598 | Zig:24   | Killed a greater mummy
521599 | Zig:24   | Killed a greater mummy
521599 | Zig:24   | Killed a greater mummy
521600 | Zig:24   | Killed a greater mummy
521600 | Zig:24   | Killed a greater mummy
521627 | Zig:24   | Got a glittering lapis lazuli ring
521629 | Zig:24   | Identified the ring of Ru's Righteous Fury {rN+ EV+2 Int+2} (You found it on level 24 of a ziggurat)
521636 | Zig:24   | Got a warped copper ring
521637 | Zig:24   | Identified the ring of Jireamir {Fire *Slow MR++ SInv} (You found it on level 24 of a ziggurat)
521642 | Zig:24   | Got a twitching brass amulet
521643 | Zig:24   | Identified the amulet "Pisaorph" {RegenMP Int+6 Dex-5} (You found it on level 24 of a ziggurat)
521657 | Zig:24   | Got a fine brass ring
521658 | Zig:24   | Identified the ring "Sytu" {MR+ SInv} (You found it on level 24 of a ziggurat)
521663 | Zig:24   | Got a scorched copper amulet
521664 | Zig:24   | Identified the amulet of Rublouc {RegenMP rPois Str+6 Int+3} (You found it on level 24 of a ziggurat)
521690 | Zig:24   | Identified the cursed +0 helmet of Infinity {MR++ Dex-5} (You found it on level 24 of a ziggurat)
521692 | Zig:24   | Identified Zima's Reference Book on Creative Cold
521823 | Zig:25   | Entered Level 25 of a ziggurat
521827 | Zig:25   | Noticed an ancient lich
521828 | Zig:25   | Noticed an ancient lich
521828 | Zig:25   | Noticed an ancient lich
521829 | Zig:25   | Noticed an ancient lich
521829 | Zig:25   | Noticed an ancient lich
521829 | Zig:25   | Noticed an ancient lich
521830 | Zig:25   | Noticed an ancient lich
521830 | Zig:25   | Noticed an ancient lich
521830 | Zig:25   | Noticed an ancient lich
521830 | Zig:25   | Noticed an ancient lich
521830 | Zig:25   | Noticed an ancient lich
521831 | Zig:25   | Killed an ancient lich
521831 | Zig:25   | Killed an ancient lich
521831 | Zig:25   | Killed an ancient lich
521831 | Zig:25   | Killed an ancient lich
521831 | Zig:25   | Killed an ancient lich
521831 | Zig:25   | Killed an ancient lich
521832 | Zig:25   | Noticed an ancient lich
521832 | Zig:25   | Noticed an ancient lich
521832 | Zig:25   | Killed an ancient lich
521832 | Zig:25   | Killed an ancient lich
521833 | Zig:25   | Killed an ancient lich
521834 | Zig:25   | Noticed an ancient lich
521834 | Zig:25   | Noticed an ancient lich
521834 | Zig:25   | Noticed an ancient lich
521834 | Zig:25   | Noticed an ancient lich
521834 | Zig:25   | Killed an ancient lich
521834 | Zig:25   | Killed an ancient lich
521834 | Zig:25   | Killed an ancient lich
521834 | Zig:25   | Killed an ancient lich
521834 | Zig:25   | Killed an ancient lich
521834 | Zig:25   | Killed an ancient lich
521835 | Zig:25   | Noticed an ancient lich
521835 | Zig:25   | Noticed an ancient lich
521835 | Zig:25   | Noticed an ancient lich
521835 | Zig:25   | Noticed an ancient lich
521835 | Zig:25   | Noticed an ancient lich
521835 | Zig:25   | Killed an ancient lich
521836 | Zig:25   | Noticed an ancient lich
521836 | Zig:25   | Noticed an ancient lich
521836 | Zig:25   | Noticed an ancient lich
521836 | Zig:25   | Noticed an ancient lich
521836 | Zig:25   | Killed an ancient lich
521837 | Zig:25   | Noticed an ancient lich
521837 | Zig:25   | Noticed an ancient lich
521837 | Zig:25   | Noticed an ancient lich
521837 | Zig:25   | Noticed an ancient lich
521837 | Zig:25   | Noticed an ancient lich
521837 | Zig:25   | Noticed an ancient lich
521837 | Zig:25   | Noticed an ancient lich
521837 | Zig:25   | Noticed an ancient lich
521837 | Zig:25   | Killed an ancient lich
521837 | Zig:25   | Killed an ancient lich
521837 | Zig:25   | Killed an ancient lich
521838 | Zig:25   | Noticed an ancient lich
521838 | Zig:25   | Noticed an ancient lich
521838 | Zig:25   | Noticed an ancient lich
521838 | Zig:25   | Noticed an ancient lich
521838 | Zig:25   | Noticed an ancient lich
521838 | Zig:25   | Noticed an ancient lich
521838 | Zig:25   | Noticed an ancient lich
521838 | Zig:25   | Noticed an ancient lich
521839 | Zig:25   | Noticed an ancient lich
521839 | Zig:25   | Killed an ancient lich
521839 | Zig:25   | Killed an ancient lich
521839 | Zig:25   | Killed an ancient lich
521839 | Zig:25   | Killed an ancient lich
521839 | Zig:25   | Killed an ancient lich
521839 | Zig:25   | Killed an ancient lich
521839 | Zig:25   | Killed an ancient lich
521839 | Zig:25   | Killed an ancient lich
521839 | Zig:25   | Killed an ancient lich
521839 | Zig:25   | Killed an ancient lich
521839 | Zig:25   | Killed an ancient lich
521839 | Zig:25   | Killed an ancient lich
521839 | Zig:25   | Killed an ancient lich
521839 | Zig:25   | Killed an ancient lich
521839 | Zig:25   | Killed an ancient lich
521839 | Zig:25   | Killed an ancient lich
521839 | Zig:25   | Killed an ancient lich
521839 | Zig:25   | Killed an ancient lich
521840 | Zig:25   | Noticed an ancient lich
521840 | Zig:25   | Noticed an ancient lich
521840 | Zig:25   | Noticed an ancient lich
521840 | Zig:25   | Noticed an ancient lich
521840 | Zig:25   | Noticed an ancient lich
521840 | Zig:25   | Noticed an ancient lich
521840 | Zig:25   | Noticed an ancient lich
521840 | Zig:25   | Noticed an ancient lich
521841 | Zig:25   | Noticed an ancient lich
521841 | Zig:25   | Noticed an ancient lich
521841 | Zig:25   | Noticed an ancient lich
521841 | Zig:25   | Noticed an ancient lich
521843 | Zig:25   | Noticed an ancient lich
521843 | Zig:25   | Noticed an ancient lich
521843 | Zig:25   | Killed an ancient lich
521843 | Zig:25   | Killed an ancient lich
521844 | Zig:25   | Noticed an ancient lich
521844 | Zig:25   | Noticed an ancient lich
521844 | Zig:25   | Killed an ancient lich
521844 | Zig:25   | Killed an ancient lich
521844 | Zig:25   | Killed an ancient lich
521844 | Zig:25   | Killed an ancient lich
521844 | Zig:25   | Killed an ancient lich
521844 | Zig:25   | Killed an ancient lich
521844 | Zig:25   | Killed an ancient lich
521844 | Zig:25   | Killed an ancient lich
521844 | Zig:25   | Killed an ancient lich
521844 | Zig:25   | Killed an ancient lich
521844 | Zig:25   | Killed an ancient lich
521844 | Zig:25   | Killed an ancient lich
521844 | Zig:25   | Killed an ancient lich
521845 | Zig:25   | Noticed an ancient lich
521845 | Zig:25   | Noticed an ancient lich
521845 | Zig:25   | Killed an ancient lich
521845 | Zig:25   | Killed an ancient lich
521845 | Zig:25   | Killed an ancient lich
521845 | Zig:25   | Killed an ancient lich
521845 | Zig:25   | Killed an ancient lich
521846 | Zig:25   | Noticed an ancient lich
521846 | Zig:25   | Noticed an ancient lich
521846 | Zig:25   | Noticed an ancient lich
521846 | Zig:25   | Noticed an ancient lich
521846 | Zig:25   | Noticed an ancient lich
521847 | Zig:25   | Noticed an ancient lich
521847 | Zig:25   | Noticed an ancient lich
521847 | Zig:25   | Noticed an ancient lich
521847 | Zig:25   | Noticed an ancient lich
521847 | Zig:25   | Noticed an ancient lich
521847 | Zig:25   | Noticed an ancient lich
521848 | Zig:25   | Noticed an ancient lich
521848 | Zig:25   | Noticed an ancient lich
521848 | Zig:25   | Noticed an ancient lich
521848 | Zig:25   | Noticed an ancient lich
521848 | Zig:25   | Noticed an ancient lich
521848 | Zig:25   | Noticed an ancient lich
521849 | Zig:25   | Killed an ancient lich
521849 | Zig:25   | Killed an ancient lich
521849 | Zig:25   | Killed an ancient lich
521849 | Zig:25   | Killed an ancient lich
521849 | Zig:25   | Killed an ancient lich
521849 | Zig:25   | Killed an ancient lich
521849 | Zig:25   | Killed an ancient lich
521849 | Zig:25   | Killed an ancient lich
521849 | Zig:25   | Killed an ancient lich
521849 | Zig:25   | Killed an ancient lich
521849 | Zig:25   | Killed an ancient lich
521849 | Zig:25   | Killed an ancient lich
521849 | Zig:25   | Killed an ancient lich
521849 | Zig:25   | Killed an ancient lich
521849 | Zig:25   | Killed an ancient lich
521850 | Zig:25   | Noticed an ancient lich
521850 | Zig:25   | Killed an ancient lich
521850 | Zig:25   | Killed an ancient lich
521850 | Zig:25   | Killed an ancient lich
521850 | Zig:25   | Killed an ancient lich
521851 | Zig:25   | Noticed an ancient lich
521851 | Zig:25   | Noticed an ancient lich
521851 | Zig:25   | Noticed an ancient lich
521851 | Zig:25   | Noticed an ancient lich
521851 | Zig:25   | Noticed an ancient lich
521851 | Zig:25   | Noticed an ancient lich
521852 | Zig:25   | Noticed an ancient lich
521852 | Zig:25   | Noticed an ancient lich
521853 | Zig:25   | Noticed an ancient lich
521853 | Zig:25   | Noticed an ancient lich
521853 | Zig:25   | Noticed an ancient lich
521853 | Zig:25   | Noticed an ancient lich
521853 | Zig:25   | Noticed an ancient lich
521853 | Zig:25   | Killed an ancient lich
521854 | Zig:25   | Noticed an ancient lich
521854 | Zig:25   | Killed an ancient lich
521854 | Zig:25   | Killed an ancient lich
521854 | Zig:25   | Killed an ancient lich
521854 | Zig:25   | Killed an ancient lich
521855 | Zig:25   | Noticed an ancient lich
521855 | Zig:25   | Noticed an ancient lich
521855 | Zig:25   | Noticed an ancient lich
521855 | Zig:25   | Killed an ancient lich
521855 | Zig:25   | Killed an ancient lich
521855 | Zig:25   | Killed an ancient lich
521855 | Zig:25   | Killed an ancient lich
521855 | Zig:25   | Killed an ancient lich
521855 | Zig:25   | Killed an ancient lich
521855 | Zig:25   | Killed an ancient lich
521855 | Zig:25   | Killed an ancient lich
521855 | Zig:25   | Killed an ancient lich
521855 | Zig:25   | Killed an ancient lich
521856 | Zig:25   | Noticed an ancient lich
521856 | Zig:25   | Noticed an ancient lich
521856 | Zig:25   | Noticed an ancient lich
521856 | Zig:25   | Noticed an ancient lich
521856 | Zig:25   | Noticed an ancient lich
521856 | Zig:25   | Noticed an ancient lich
521856 | Zig:25   | Noticed an ancient lich
521856 | Zig:25   | Noticed an ancient lich
521856 | Zig:25   | Noticed an ancient lich
521856 | Zig:25   | Noticed an ancient lich
521856 | Zig:25   | Noticed an ancient lich
521856 | Zig:25   | Killed an ancient lich
521856 | Zig:25   | Killed an ancient lich
521857 | Zig:25   | Noticed an ancient lich
521857 | Zig:25   | Noticed an ancient lich
521857 | Zig:25   | Noticed an ancient lich
521857 | Zig:25   | Noticed an ancient lich
521857 | Zig:25   | Noticed an ancient lich
521857 | Zig:25   | Killed an ancient lich
521857 | Zig:25   | Killed an ancient lich
521857 | Zig:25   | Killed an ancient lich
521858 | Zig:25   | Noticed an ancient lich
521858 | Zig:25   | Noticed an ancient lich
521858 | Zig:25   | Noticed an ancient lich
521858 | Zig:25   | Noticed an ancient lich
521858 | Zig:25   | Noticed an ancient lich
521858 | Zig:25   | Noticed an ancient lich
521858 | Zig:25   | Noticed an ancient lich
521859 | Zig:25   | Noticed an ancient lich
521859 | Zig:25   | Killed an ancient lich
521859 | Zig:25   | Killed an ancient lich
521859 | Zig:25   | Killed an ancient lich
521859 | Zig:25   | Killed an ancient lich
521859 | Zig:25   | Killed an ancient lich
521859 | Zig:25   | Killed an ancient lich
521859 | Zig:25   | Killed an ancient lich
521859 | Zig:25   | Killed an ancient lich
521859 | Zig:25   | Killed an ancient lich
521859 | Zig:25   | Killed an ancient lich
521859 | Zig:25   | Killed an ancient lich
521859 | Zig:25   | Killed an ancient lich
521859 | Zig:25   | Killed an ancient lich
521859 | Zig:25   | Killed an ancient lich
521859 | Zig:25   | Killed an ancient lich
521859 | Zig:25   | Killed an ancient lich
521859 | Zig:25   | Killed an ancient lich
521859 | Zig:25   | Killed an ancient lich
521860 | Zig:25   | Noticed an ancient lich
521860 | Zig:25   | Noticed an ancient lich
521861 | Zig:25   | Killed an ancient lich
521861 | Zig:25   | Killed an ancient lich
521861 | Zig:25   | Killed an ancient lich
521861 | Zig:25   | Killed an ancient lich
521861 | Zig:25   | Killed an ancient lich
521861 | Zig:25   | Killed an ancient lich
521862 | Zig:25   | Noticed an ancient lich
521862 | Zig:25   | Noticed an ancient lich
521862 | Zig:25   | Noticed an ancient lich
521864 | Zig:25   | Noticed an ancient lich
521864 | Zig:25   | Noticed an ancient lich
521864 | Zig:25   | Noticed an ancient lich
521865 | Zig:25   | Noticed an ancient lich
521865 | Zig:25   | Noticed an ancient lich
521865 | Zig:25   | Noticed an ancient lich
521865 | Zig:25   | Killed an ancient lich
521866 | Zig:25   | Noticed an ancient lich
521866 | Zig:25   | Killed an ancient lich
521866 | Zig:25   | Killed an ancient lich
521867 | Zig:25   | Noticed an ancient lich
521867 | Zig:25   | Killed an ancient lich
521867 | Zig:25   | Killed an ancient lich
521867 | Zig:25   | Killed an ancient lich
521867 | Zig:25   | Killed an ancient lich
521868 | Zig:25   | Noticed an ancient lich
521869 | Zig:25   | Noticed an ancient lich
521869 | Zig:25   | Noticed an ancient lich
521869 | Zig:25   | Noticed an ancient lich
521870 | Zig:25   | Killed an ancient lich
521870 | Zig:25   | Killed an ancient lich
521870 | Zig:25   | Killed an ancient lich
521870 | Zig:25   | Killed an ancient lich
521870 | Zig:25   | Killed an ancient lich
521870 | Zig:25   | Killed an ancient lich
521873 | Zig:25   | Noticed an ancient lich
521873 | Zig:25   | Killed an ancient lich
521874 | Zig:25   | Noticed an ancient lich
521874 | Zig:25   | Killed an ancient lich
521874 | Zig:25   | Killed an ancient lich
521875 | Zig:25   | Killed an ancient lich
521876 | Zig:25   | Noticed an ancient lich
521876 | Zig:25   | Killed an ancient lich
521876 | Zig:25   | Killed an ancient lich
521893 | Zig:25   | Got a warped glass ring
521895 | Zig:25   | Identified the ring "Eqitzat" {MR++ EV+3} (You found it on level 25 of a ziggurat)
521900 | Zig:25   | Got a faintly glowing ruby amulet
521901 | Zig:25   | Identified the amulet "Docukh" {Regen+ Slay+3} (You found it on level 25 of a ziggurat)
522079 | Zig:25   | Got a translucent amethyst amulet
522080 | Zig:25   | Identified the amulet "Axotat" {Faith rF++} (You found it on level 25 of a ziggurat)
522090 | Zig:25   | Got a bound tin ring
522091 | Zig:25   | Identified the ring "Ceguc" {rElec Int+4 Dex+3 Stlth+} (You found it on level 25 of a ziggurat)
522248 | Zig:25   | Identified the +0 pair of gloves "Gygawkury" {+Inv rElec Int+4 Dex-5} (You found it on level 25 of a ziggurat)
522249 | Zig:25   | Identified the Handbook of Blistering Earth
522288 | Zig:26   | Entered Level 26 of a ziggurat
522360 | Zig:26   | Identified Aheo's Guide on Creative Snow
522362 | Zig:26   | Got a bound zirconium amulet
522363 | Zig:26   | Identified the amulet "Widubb" {Reflect MR+ Str+3 SH+4 Stlth-} (You found it on level 26 of a ziggurat)
522566 | Zig:26   | Identified the Incunabulum of Fiery Enchantment
522581 | Zig:26   | Got a transparent iron amulet
522582 | Zig:26   | Identified the amulet "Nygef" {Inacc *Contam +Fly rElec rPois} (You found it on level 26 of a ziggurat)
522592 | Zig:26   | Identified the Tome of Spatial Battle Magic
522626 | Zig:26   | Got a transparent bone ring
522628 | Zig:26   | Identified the ring "Woroi" {rElec MP+9 Slay+2} (You found it on level 26 of a ziggurat)
522638 | Zig:26   | Identified the Tome of Congealing Good Luck
522823 | Zig:27   | Entered Level 27 of a ziggurat
522892 | Zig:27   | Identified the +1 pair of boots "Viagg" {rElec rC- MR+} (You found it on level 27 of a ziggurat)
522908 | Zig:27   | Identified the Volume of Contamination and Transmigration
522930 | Zig:27   | Identified Cabeoklo's Guide on Supportive Clay
522967 | Zig:27   | Got a brightly glowing brass ring
522969 | Zig:27   | Identified the ring "Luockong" {+Fly MP+9} (You found it on level 27 of a ziggurat)
522977 | Zig:27   | Got an ancient lead ring
522978 | Zig:27   | Identified the ring "Ynaew" {rPois Str+3 Int+2} (You found it on level 27 of a ziggurat)
523021 | Zig:27   | Got a wavering jade ring
523022 | Zig:27   | Identified the ring "Hihuaxikh" {+Fly MR+} (You found it on level 27 of a ziggurat)
523181 | Zig:27   | Identified the +8 double sword of the Six Cities {freeze, rPois rC+} (You found it on level 27 of a ziggurat)
523376 | Depths:2 | Identified the +0 pair of boots of the Other Side {Str+4 Dex+4 Slay+3} (You acquired it on level 2 of the Depths)
523377 | Depths:2 | Identified the +1 pair of boots of God Told Me To {rC+ Int+3} (You acquired it on level 2 of the Depths)
523378 | Depths:2 | Identified the +0 pair of gloves of the Little Devil {Regen+ Str+3 SInv} (You acquired it on level 2 of the Depths)
523413 | Zig:1    | Entered Level 1 of a ziggurat
523470 | Zig:2    | Entered Level 2 of a ziggurat
523539 | Zig:3    | Entered Level 3 of a ziggurat
523600 | Zig:4    | Entered Level 4 of a ziggurat
523611 | Zig:4    | Noticed Wyunocw the pandemonium lord
523614 | Zig:4    | Killed Wyunocw the pandemonium lord
523651 | Zig:4    | Got a scintillating steel ring
523653 | Zig:4    | Identified the ring "Xuoxil" {*Tele rPois Int+2} (You found it on level 4 of a ziggurat)
523679 | Zig:5    | Entered Level 5 of a ziggurat
523739 | Zig:5    | Got a translucent ivory ring
523741 | Zig:5    | Identified the ring of Fun {*Contam MR+ MP+9 Str+6} (You found it on level 5 of a ziggurat)
523749 | Zig:5    | Got a faintly glowing platinum amulet
523750 | Zig:5    | Identified the amulet "Mosuv" {rC+ Regen+ Stlth+} (You found it on level 5 of a ziggurat)
523961 | Zig:6    | Entered Level 6 of a ziggurat
524065 | Zig:7    | Entered Level 7 of a ziggurat
524117 | Zig:8    | Entered Level 8 of a ziggurat
524168 | Zig:8    | Got an ancient copper amulet
524169 | Zig:8    | Identified the amulet of Alak {+Rage rF- rN++ Int+3 Dex+4} (You found it on level 8 of a ziggurat)
524301 | Zig:9    | Entered Level 9 of a ziggurat
524431 | Zig:10   | Entered Level 10 of a ziggurat
524498 | Zig:10   | Got a translucent platinum ring
524500 | Zig:10   | Identified the ring of the Two Names {rElec rF+ rC+ MR+ Dex-3} (You found it on level 10 of a ziggurat)
524504 | Zig:10   | Got a scintillating marble ring
524505 | Zig:10   | Identified the cursed ring "Ossiryja" {*Corrode rN+ AC-3 Dex+4} (You found it on level 10 of a ziggurat)
524521 | Zig:10   | Identified Sif Muna's Disquisition on Flying Transformation
524525 | Zig:10   | Got a clouded amber ring
524526 | Zig:10   | Identified the ring of Loskiplebi {rF+ Str+4} (You found it on level 10 of a ziggurat)
524532 | Zig:10   | Identified the Incunabulum of Arcane Weapons and Fire
524544 | Zig:10   | Identified the Incunabulum of Beguiling and Attacks
524587 | Zig:10   | Identified the cursed -4 pair of gloves "Guofeocs" {Str+4} (You found it on level 10 of a ziggurat)
524618 | Zig:11   | Entered Level 11 of a ziggurat
524618 | Zig:11   | Noticed an ancient lich
524618 | Zig:11   | Noticed an ancient lich
524618 | Zig:11   | Noticed an ancient lich
524618 | Zig:11   | Noticed an ancient lich
524618 | Zig:11   | Noticed an ancient lich
524618 | Zig:11   | Noticed an ancient lich
524618 | Zig:11   | Noticed an ancient lich
524618 | Zig:11   | Noticed an ancient lich
524618 | Zig:11   | Noticed an ancient lich
524618 | Zig:11   | Noticed an ancient lich
524618 | Zig:11   | Noticed an ancient lich
524618 | Zig:11   | Noticed an ancient lich
524619 | Zig:11   | Killed an ancient lich
524619 | Zig:11   | Killed an ancient lich
524619 | Zig:11   | Killed an ancient lich
524619 | Zig:11   | Killed an ancient lich
524619 | Zig:11   | Killed an ancient lich
524620 | Zig:11   | Noticed an ancient lich
524620 | Zig:11   | Noticed an ancient lich
524620 | Zig:11   | Noticed an ancient lich
524621 | Zig:11   | Killed an ancient lich
524621 | Zig:11   | Killed an ancient lich
524621 | Zig:11   | Killed an ancient lich
524621 | Zig:11   | Killed an ancient lich
524621 | Zig:11   | Killed an ancient lich
524621 | Zig:11   | Killed an ancient lich
524621 | Zig:11   | Killed an ancient lich
524621 | Zig:11   | Killed an ancient lich
524621 | Zig:11   | Killed an ancient lich
524622 | Zig:11   | Noticed an ancient lich
524623 | Zig:11   | Noticed an ancient lich
524624 | Zig:11   | Noticed an ancient lich
524625 | Zig:11   | Noticed an ancient lich
524625 | Zig:11   | Noticed an ancient lich
524625 | Zig:11   | Noticed an ancient lich
524625 | Zig:11   | Noticed an ancient lich
524625 | Zig:11   | Noticed an ancient lich
524625 | Zig:11   | Killed an ancient lich
524626 | Zig:11   | Noticed an ancient lich
524626 | Zig:11   | Noticed an ancient lich
524626 | Zig:11   | Noticed an ancient lich
524627 | Zig:11   | Noticed an ancient lich
524627 | Zig:11   | Noticed an ancient lich
524627 | Zig:11   | Noticed an ancient lich
524627 | Zig:11   | Killed an ancient lich
524627 | Zig:11   | Killed an ancient lich
524627 | Zig:11   | Killed an ancient lich
524627 | Zig:11   | Killed an ancient lich
524627 | Zig:11   | Killed an ancient lich
524627 | Zig:11   | Killed an ancient lich
524627 | Zig:11   | Killed an ancient lich
524627 | Zig:11   | Killed an ancient lich
524627 | Zig:11   | Killed an ancient lich
524627 | Zig:11   | Killed an ancient lich
524628 | Zig:11   | Noticed an ancient lich
524628 | Zig:11   | Noticed an ancient lich
524628 | Zig:11   | Killed an ancient lich
524629 | Zig:11   | Noticed an ancient lich
524629 | Zig:11   | Noticed an ancient lich
524629 | Zig:11   | Noticed an ancient lich
524630 | Zig:11   | Noticed an ancient lich
524630 | Zig:11   | Noticed an ancient lich
524631 | Zig:11   | Killed an ancient lich
524631 | Zig:11   | Killed an ancient lich
524631 | Zig:11   | Killed an ancient lich
524631 | Zig:11   | Killed an ancient lich
524631 | Zig:11   | Killed an ancient lich
524631 | Zig:11   | Killed an ancient lich
524631 | Zig:11   | Killed an ancient lich
524632 | Zig:11   | Noticed an ancient lich
524632 | Zig:11   | Noticed an ancient lich
524632 | Zig:11   | Noticed an ancient lich
524633 | Zig:11   | Noticed an ancient lich
524634 | Zig:11   | Noticed an ancient lich
524635 | Zig:11   | Killed an ancient lich
524635 | Zig:11   | Killed an ancient lich
524635 | Zig:11   | Killed an ancient lich
524635 | Zig:11   | Killed an ancient lich
524636 | Zig:11   | Killed an ancient lich
524636 | Zig:11   | Killed an ancient lich
524636 | Zig:11   | Killed an ancient lich
524637 | Zig:11   | Noticed an ancient lich
524637 | Zig:11   | Killed an ancient lich
524641 | Zig:11   | Killed an ancient lich
524647 | Zig:11   | Identified Sif Muna's Catalogue of Creative Bewitchment
524656 | Zig:11   | Got a fine marble ring
524658 | Zig:11   | Identified the ring "Sinumes" {Int+5 Dex-4 Stlth+} (You found it on level 11 of a ziggurat)
524734 | Zig:11   | Identified the cursed +1 broad axe "Amikos" {distort, Str+7 Dex-2} (You found it on level 11 of a ziggurat)
524775 | Zig:12   | Entered Level 12 of a ziggurat
524870 | Zig:12   | Got a slimy lapis lazuli ring
524872 | Zig:12   | Identified the ring "Ynapti Yfish" {rF+++ MP+9 Str-5 Int+2 Dex-2} (You found it on level 12 of a ziggurat)
524886 | Zig:12   | Got a faintly glowing sapphire amulet
524887 | Zig:12   | Identified the amulet "Ongar" {Faith SInv} (You found it on level 12 of a ziggurat)
524890 | Zig:12   | Got a vibrating platinum ring
524891 | Zig:12   | Identified the ring "Agol Hengi" {rC+ rN+ Str+2 Dex+5} (You found it on level 12 of a ziggurat)
524893 | Zig:12   | Got a fine brass ring
524895 | Zig:12   | Identified the ring of Vikh {*Tele MR+ MP+9 Str-5} (You found it on level 12 of a ziggurat)
524903 | Zig:12   | Got a fine bone ring
524904 | Zig:12   | Identified the ring of Broken Luck {Wiz rElec MR- Int+8 Slay+3} (You found it on level 12 of a ziggurat)
524963 | Zig:12   | Identified the +6 demon blade of Tomin {drain, rElec MP-9 Dex+8} (You found it on level 12 of a ziggurat)
524967 | Zig:12   | Identified the cursed +0 helmet of the Lotus Blossom {rPois Dex-2 SInv} (You found it on level 12 of a ziggurat)
524984 | Zig:13   | Entered Level 13 of a ziggurat
525029 | Zig:13   | Noticed Neryitan the pandemonium lord
525038 | Zig:13   | Killed Neryitan the pandemonium lord
525073 | Zig:13   | Got a glittering amber ring
525075 | Zig:13   | Identified the ring "Ygapnugo" {Int+6 Slay+3} (You found it on level 13 of a ziggurat)
525086 | Zig:13   | Got a transparent steel ring
525087 | Zig:13   | Identified the ring "Beuw" {MP+9 Int+3} (You found it on level 13 of a ziggurat)
525101 | Zig:13   | Got a crude bone ring
525102 | Zig:13   | Identified the ring "Quohuv" {rF+ Stlth+} (You found it on level 13 of a ziggurat)
525106 | Zig:13   | Identified the Handbook of Earth
525185 | Zig:14   | Entered Level 14 of a ziggurat
525210 | Zig:14   | Got a wavering iron ring
525214 | Zig:14   | Identified the ring of Accord {rN+ MP-9 Str+3 Int+3 Dex+4} (You found it on level 14 of a ziggurat)
525309 | Zig:14   | Got a warped crystal amulet
525310 | Zig:14   | Identified the amulet of Muirri {RegenMP +Fly rF+ Str+3 Stlth+} (You found it on level 14 of a ziggurat)
525313 | Zig:14   | Identified the Catalogue of Summoning
525345 | Zig:14   | Identified Xaip Qiu's Almanac of Companions and Aid
525391 | Zig:15   | Entered Level 15 of a ziggurat
525438 | Zig:15   | Noticed Nezxusm the pandemonium lord
525451 | Zig:15   | Killed Nezxusm the pandemonium lord
525470 | Zig:15   | Identified the +4 large shield of Leegot {Str-3 Dex+6} (You found it on level 15 of a ziggurat)
525571 | Zig:15   | Identified the Guide on Evil Rituals
525579 | Zig:16   | Entered Level 16 of a ziggurat
525579 | Zig:16   | Noticed an ancient lich
525579 | Zig:16   | Noticed an ancient lich
525579 | Zig:16   | Noticed an ancient lich
525579 | Zig:16   | Noticed an ancient lich
525579 | Zig:16   | Noticed an ancient lich
525579 | Zig:16   | Noticed an ancient lich
525579 | Zig:16   | Noticed an ancient lich
525579 | Zig:16   | Noticed an ancient lich
525579 | Zig:16   | Noticed an ancient lich
525579 | Zig:16   | Noticed an ancient lich
525579 | Zig:16   | Noticed an ancient lich
525579 | Zig:16   | Noticed an ancient lich
525579 | Zig:16   | Noticed an ancient lich
525579 | Zig:16   | Noticed an ancient lich
525580 | Zig:16   | Killed an ancient lich
525580 | Zig:16   | Killed an ancient lich
525580 | Zig:16   | Killed an ancient lich
525580 | Zig:16   | Killed an ancient lich
525580 | Zig:16   | Killed an ancient lich
525581 | Zig:16   | Noticed an ancient lich
525581 | Zig:16   | Noticed an ancient lich
525582 | Zig:16   | Noticed an ancient lich
525582 | Zig:16   | Noticed an ancient lich
525582 | Zig:16   | Noticed an ancient lich
525582 | Zig:16   | Killed an ancient lich
525582 | Zig:16   | Killed an ancient lich
525582 | Zig:16   | Killed an ancient lich
525582 | Zig:16   | Killed an ancient lich
525582 | Zig:16   | Killed an ancient lich
525582 | Zig:16   | Killed an ancient lich
525582 | Zig:16   | Killed an ancient lich
525582 | Zig:16   | Killed an ancient lich
525582 | Zig:16   | Killed an ancient lich
525582 | Zig:16   | Killed an ancient lich
525582 | Zig:16   | Killed an ancient lich
525583 | Zig:16   | Noticed an ancient lich
525583 | Zig:16   | Noticed an ancient lich
525583 | Zig:16   | Noticed an ancient lich
525584 | Zig:16   | Noticed an ancient lich
525584 | Zig:16   | Noticed an ancient lich
525584 | Zig:16   | Noticed an ancient lich
525585 | Zig:16   | Noticed an ancient lich
525586 | Zig:16   | Noticed an ancient lich
525586 | Zig:16   | Killed an ancient lich
525586 | Zig:16   | Killed an ancient lich
525587 | Zig:16   | Noticed an ancient lich
525587 | Zig:16   | Noticed an ancient lich
525587 | Zig:16   | Noticed an ancient lich
525587 | Zig:16   | Noticed an ancient lich
525587 | Zig:16   | Noticed an ancient lich
525587 | Zig:16   | Killed an ancient lich
525587 | Zig:16   | Noticed an ancient lich
525588 | Zig:16   | Killed an ancient lich
525588 | Zig:16   | Killed an ancient lich
525588 | Zig:16   | Killed an ancient lich
525588 | Zig:16   | Killed an ancient lich
525588 | Zig:16   | Killed an ancient lich
525588 | Zig:16   | Killed an ancient lich
525588 | Zig:16   | Killed an ancient lich
525588 | Zig:16   | Killed an ancient lich
525588 | Zig:16   | Killed an ancient lich
525589 | Zig:16   | Noticed an ancient lich
525589 | Zig:16   | Noticed an ancient lich
525589 | Zig:16   | Killed an ancient lich
525589 | Zig:16   | Killed an ancient lich
525590 | Zig:16   | Noticed an ancient lich
525590 | Zig:16   | Noticed an ancient lich
525590 | Zig:16   | Noticed an ancient lich
525590 | Zig:16   | Killed an ancient lich
525590 | Zig:16   | Killed an ancient lich
525591 | Zig:16   | Noticed an ancient lich
525592 | Zig:16   | Noticed an ancient lich
525592 | Zig:16   | Noticed an ancient lich
525593 | Zig:16   | Killed an ancient lich
525593 | Zig:16   | Killed an ancient lich
525593 | Zig:16   | Killed an ancient lich
525593 | Zig:16   | Killed an ancient lich
525593 | Zig:16   | Killed an ancient lich
525593 | Zig:16   | Killed an ancient lich
525594 | Zig:16   | Noticed an ancient lich
525594 | Zig:16   | Noticed an ancient lich
525595 | Zig:16   | Killed an ancient lich
525595 | Zig:16   | Killed an ancient lich
525595 | Zig:16   | Killed an ancient lich
525595 | Zig:16   | Killed an ancient lich
525596 | Zig:16   | Noticed an ancient lich
525597 | Zig:16   | Killed an ancient lich
525600 | Zig:16   | Noticed an ancient lich
525601 | Zig:16   | Noticed an ancient lich
525601 | Zig:16   | Killed an ancient lich
525603 | Zig:16   | Killed an ancient lich
525603 | Zig:16   | Killed an ancient lich
525717 | Zig:17   | Entered Level 17 of a ziggurat
525743 | Zig:17   | Noticed Nadephem the pandemonium lord
525754 | Zig:17   | Killed Nadephem the pandemonium lord
525817 | Zig:17   | Got a scintillating golden ring
525819 | Zig:17   | Identified the ring "Roirod Yra" {+Blink rN+ SInv} (You found it on level 17 of a ziggurat)
525841 | Zig:17   | Identified Boahauk's Disquisition on Twisted Curses
525933 | Zig:18   | Entered Level 18 of a ziggurat
526010 | Zig:18   | Identified the cursed +0 mottled dragon scales "Ryrghaf" {*Contam rElec rC++ Str+4} (You found it on level 18 of a ziggurat)
526027 | Zig:18   | Got a clouded ivory ring
526029 | Zig:18   | Identified the ring of Ipsas {rElec rN+ EV+5 Str+2 Stlth+} (You found it on level 18 of a ziggurat)
526038 | Zig:18   | Gained mutation: Your spells are much harder to cast, but much more powerful. [evolution]
526109 | Zig:18   | Identified the Volume of Intoxication
526118 | Zig:18   | Identified the +1 pair of boots of a bailey {*Drain rN+++ MR+++ Str-2} (You found it on level 18 of a ziggurat)
526137 | Zig:19   | Entered Level 19 of a ziggurat
526137 | Zig:19   | Noticed a greater mummy
526137 | Zig:19   | Noticed a greater mummy
526137 | Zig:19   | Noticed a greater mummy
526137 | Zig:19   | Noticed a greater mummy
526139 | Zig:19   | Noticed a greater mummy
526139 | Zig:19   | Noticed a greater mummy
526139 | Zig:19   | Killed a greater mummy
526139 | Zig:19   | Killed a greater mummy
526139 | Zig:19   | Killed a greater mummy
526140 | Zig:19   | Noticed a greater mummy
526141 | Zig:19   | Noticed a greater mummy
526141 | Zig:19   | Noticed a greater mummy
526141 | Zig:19   | Noticed a greater mummy
526141 | Zig:19   | Killed a greater mummy
526142 | Zig:19   | Noticed a greater mummy
526143 | Zig:19   | Killed a greater mummy
526143 | Zig:19   | Killed a greater mummy
526144 | Zig:19   | Noticed a greater mummy
526144 | Zig:19   | Noticed a greater mummy
526144 | Zig:19   | Noticed a greater mummy
526145 | Zig:19   | Killed a greater mummy
526145 | Zig:19   | Killed a greater mummy
526146 | Zig:19   | Noticed a greater mummy
526146 | Zig:19   | Noticed a greater mummy
526146 | Zig:19   | Noticed a greater mummy
526147 | Zig:19   | Killed a greater mummy
526147 | Zig:19   | Killed a greater mummy
526147 | Zig:19   | Killed a greater mummy
526148 | Zig:19   | Noticed a greater mummy
526148 | Zig:19   | Killed a greater mummy
526148 | Zig:19   | Killed a greater mummy
526149 | Zig:19   | Noticed a greater mummy
526149 | Zig:19   | Noticed a greater mummy
526149 | Zig:19   | Noticed a greater mummy
526150 | Zig:19   | Noticed a greater mummy
526150 | Zig:19   | Noticed a greater mummy
526150 | Zig:19   | Noticed a greater mummy
526152 | Zig:19   | Noticed a greater mummy
526152 | Zig:19   | Noticed a greater mummy
526152 | Zig:19   | Killed a greater mummy
526152 | Zig:19   | Killed a greater mummy
526152 | Zig:19   | Killed a greater mummy
526152 | Zig:19   | Killed a greater mummy
526152 | Zig:19   | Noticed a greater mummy
526153 | Zig:19   | Noticed a greater mummy
526153 | Zig:19   | Noticed a greater mummy
526153 | Zig:19   | Killed a greater mummy
526154 | Zig:19   | Killed a greater mummy
526154 | Zig:19   | Killed a greater mummy
526154 | Zig:19   | Killed a greater mummy
526154 | Zig:19   | Killed a greater mummy
526155 | Zig:19   | Noticed a greater mummy
526155 | Zig:19   | Noticed a greater mummy
526155 | Zig:19   | Noticed a greater mummy
526155 | Zig:19   | Noticed a greater mummy
526155 | Zig:19   | Killed a greater mummy
526155 | Zig:19   | Killed a greater mummy
526156 | Zig:19   | Noticed a greater mummy
526156 | Zig:19   | Noticed a greater mummy
526156 | Zig:19   | Noticed a greater mummy
526156 | Zig:19   | Killed a greater mummy
526156 | Zig:19   | Killed a greater mummy
526157 | Zig:19   | Noticed a greater mummy
526157 | Zig:19   | Noticed a greater mummy
526157 | Zig:19   | Noticed a greater mummy
526158 | Zig:19   | Killed a greater mummy
526158 | Zig:19   | Killed a greater mummy
526158 | Zig:19   | Killed a greater mummy
526158 | Zig:19   | Killed a greater mummy
526158 | Zig:19   | Killed a greater mummy
526158 | Zig:19   | Killed a greater mummy
526158 | Zig:19   | Killed a greater mummy
526158 | Zig:19   | Killed a greater mummy
526158 | Zig:19   | Killed a greater mummy
526158 | Zig:19   | Noticed a greater mummy
526159 | Zig:19   | Noticed a greater mummy
526159 | Zig:19   | Killed a greater mummy
526160 | Zig:19   | Noticed a greater mummy
526160 | Zig:19   | Killed a greater mummy
526160 | Zig:19   | Killed a greater mummy
526161 | Zig:19   | Noticed a greater mummy
526161 | Zig:19   | Noticed a greater mummy
526161 | Zig:19   | Killed a greater mummy
526162 | Zig:19   | Noticed a greater mummy
526162 | Zig:19   | Killed a greater mummy
526162 | Zig:19   | Killed a greater mummy
526164 | Zig:19   | Killed a greater mummy
526164 | Zig:19   | Killed a greater mummy
526167 | Zig:19   | Killed a greater mummy
526168 | Zig:19   | Killed a greater mummy
526168 | Zig:19   | Killed a greater mummy
526188 | Zig:19   | Identified the -4 cloak of New Discoveries {+Blink rElec rCorr Dex+3} (You found it on level 19 of a ziggurat)
526194 | Zig:19   | Got a vibrating amber ring
526196 | Zig:19   | Identified the ring "Hippe" {Str+2 Dex+4} (You found it on level 19 of a ziggurat)
526221 | Zig:19   | Got a fine brass ring
526222 | Zig:19   | Identified the ring of Balance {+Fly rPois Str+2 Int+2 SInv} (You found it on level 19 of a ziggurat)
526225 | Zig:19   | Identified the Incunabulum of Frigorific Malediction
526239 | Zig:19   | Identified the Papyrus of Analysis
526242 | Zig:19   | Got a coiled glass ring
526243 | Zig:19   | Identified the ring "Zarghusu" {Int+4 SInv} (You found it on level 19 of a ziggurat)
526255 | Zig:19   | Got a warped lead ring
526256 | Zig:19   | Identified the ring of Neurosis {Wiz rElec rN+++ Dex-3 Stlth+} (You found it on level 19 of a ziggurat)
526298 | Zig:20   | Entered Level 20 of a ziggurat
526342 | Zig:20   | Noticed Kosittopp the pandemonium lord
526347 | Zig:20   | Killed Kosittopp the pandemonium lord
526439 | Zig:20   | Identified the cursed +0 cloak "Gureer" {rPois rN+ Dex+3} (You found it on level 20 of a ziggurat)
526442 | Zig:20   | Identified the +2 helmet "Medoqim" {Stlth+} (You found it on level 20 of a ziggurat)
526452 | Zig:20   | Got a serpentine bronze ring
526454 | Zig:20   | Identified the ring of Coronation {rPois MR+ Str+2 Dex-5} (You found it on level 20 of a ziggurat)
526462 | Zig:20   | Got a transparent diamond amulet
526463 | Zig:20   | Identified the amulet of Sovereignty {Regen+ Str+2 Dex+2} (You found it on level 20 of a ziggurat)
526477 | Zig:20   | Got a brightly glowing platinum ring
526478 | Zig:20   | Identified the ring "Taonomp" {rF+ rC+} (You found it on level 20 of a ziggurat)
526506 | Zig:20   | Got an ancient pewter ring
526507 | Zig:20   | Identified the ring of Reman {rElec Int+3} (You found it on level 20 of a ziggurat)
526515 | Zig:20   | Got a fine jade amulet
526516 | Zig:20   | Identified the amulet of Scepticism {Gourm Str+7 Int+3} (You found it on level 20 of a ziggurat)
526604 | Zig:20   | Identified the +2 pair of boots of the Nexus {rElec} (You found it on level 20 of a ziggurat)
526612 | Zig:20   | Identified the cursed +2 double sword of the Eternal Void {flame, +Blink +Fly Str-4 Dex+4 SInv} (You found it on level 20 of a ziggurat)
526630 | Zig:21   | Entered Level 21 of a ziggurat
526683 | Zig:21   | Got a bound brass ring
526685 | Zig:21   | Identified the ring of Res Nullius {rC+ rN+} (You found it on level 21 of a ziggurat)
526711 | Zig:21   | Got a warped gossamer ring
526712 | Zig:21   | Identified the ring of the Commoners {+Inv rPois MR- Str+3 Int+3 Dex+3} (You found it on level 21 of a ziggurat)
526723 | Zig:21   | Got a pitted amber ring
526724 | Zig:21   | Identified the ring "Coseiridgh" {Wiz *Drain MP+9 Dex+4 Stlth+} (You found it on level 21 of a ziggurat)
526735 | Zig:21   | Got a transparent wooden ring
526736 | Zig:21   | Identified the ring "Siarghev" {rF+ rC+ rN+ Stlth-} (You found it on level 21 of a ziggurat)
526776 | Zig:21   | Got a sparkling pewter ring
526777 | Zig:21   | Identified the ring of Weweuts {Wiz MP-9 Dex+5} (You found it on level 21 of a ziggurat)
526975 | Zig:22   | Entered Level 22 of a ziggurat
527218 | Zig:22   | Identified the Papyrus of Mutagenic Creation
527265 | Zig:23   | Entered Level 23 of a ziggurat
527306 | Zig:23   | Got a crude granite ring
527309 | Zig:23   | Got a twitching steel ring
527311 | Zig:23   | Identified the ring of Vuadut {rC+ Int+2} (You found it on level 23 of a ziggurat)
527314 | Zig:23   | Identified the ring "Iphiok" {rPois rF- MR++ MP+9} (You found it on level 23 of a ziggurat)
527339 | Zig:23   | Got a crude amber ring
527340 | Zig:23   | Identified the ring "Ficsih" {+Fly Str+3 Int+4 Stlth+} (You found it on level 23 of a ziggurat)
527362 | Zig:23   | Got a serpentine bone ring
527363 | Zig:23   | Identified the ring "Huv Xyo" {rN+ Int+2} (You found it on level 23 of a ziggurat)
527412 | Zig:23   | Got a bound marble ring
527413 | Zig:23   | Identified the ring of Soliep {*Drain +Inv Slay+4 Stlth+} (You found it on level 23 of a ziggurat)
527420 | Zig:23   | Got a transparent pewter amulet
527421 | Zig:23   | Identified the amulet of the Exiled Lives {Regen+ Str+4} (You found it on level 23 of a ziggurat)
527570 | Zig:23   | Identified the +0 helmet of Devotion {+Inv rN+++ MR- SInv} (You found it on level 23 of a ziggurat)
527596 | Zig:24   | Entered Level 24 of a ziggurat
527596 | Zig:24   | Noticed Lual Gomn the pandemonium lord
527596 | Zig:24   | Noticed Degor the pandemonium lord
527596 | Zig:24   | Noticed Xucout the pandemonium lord
527596 | Zig:24   | Noticed Seukh the pandemonium lord
527596 | Zig:24   | Noticed Uwis the pandemonium lord
527596 | Zig:24   | Noticed Butsysm the pandemonium lord
527596 | Zig:24   | Noticed Myumuteth the pandemonium lord
527596 | Zig:24   | Noticed Efruemes the pandemonium lord
527596 | Zig:24   | Noticed Xitet the pandemonium lord
527596 | Zig:24   | Noticed Ymomm the pandemonium lord
527596 | Zig:24   | Noticed Piceckei the pandemonium lord
527596 | Zig:24   | Noticed Tupo Cul the pandemonium lord
527596 | Zig:24   | Noticed Yrosam the pandemonium lord
527596 | Zig:24   | Noticed Qoplofeb the pandemonium lord
527596 | Zig:24   | Noticed Janez the pandemonium lord
527596 | Zig:24   | Noticed Etozen the pandemonium lord
527596 | Zig:24   | Noticed Quwnus the pandemonium lord
527596 | Zig:24   | Noticed Jedoqic the pandemonium lord
527596 | Zig:24   | Noticed Oxtoap the pandemonium lord
527596 | Zig:24   | Noticed Adghiumme the pandemonium lord
527596 | Zig:24   | Noticed Yhiaclo the pandemonium lord
527596 | Zig:24   | Noticed Sosal the pandemonium lord
527596 | Zig:24   | Noticed Wuluter the pandemonium lord
527596 | Zig:24   | Noticed Vyreger the pandemonium lord
527596 | Zig:24   | Noticed Itwary the pandemonium lord
527596 | Zig:24   | Noticed Hydus Jil the pandemonium lord
527596 | Zig:24   | Noticed Tuxt the pandemonium lord
527598 | Zig:24   | Noticed Fug Byk the pandemonium lord
527598 | Zig:24   | Killed Tupo Cul the pandemonium lord
527599 | Zig:24   | Noticed Xaygan the pandemonium lord
527599 | Zig:24   | Killed Degor the pandemonium lord
527599 | Zig:24   | Killed Xitet the pandemonium lord
527599 | Zig:24   | Killed Xucout the pandemonium lord
527599 | Zig:24   | Killed Piceckei the pandemonium lord
527599 | Zig:24   | Killed Etozen the pandemonium lord
527599 | Zig:24   | Killed Sosal the pandemonium lord
527599 | Zig:24   | Killed Quwnus the pandemonium lord
527600 | Zig:24   | Noticed Veelanau the pandemonium lord
527600 | Zig:24   | Noticed Voulo the pandemonium lord
527601 | Zig:24   | Noticed Dotilool the pandemonium lord
527601 | Zig:24   | Noticed Ostrudin the pandemonium lord
527601 | Zig:24   | Noticed Liggaegu the pandemonium lord
527601 | Zig:24   | Noticed Xoeru the pandemonium lord
527601 | Zig:24   | Noticed Baaklol the pandemonium lord
527601 | Zig:24   | Noticed Syshuusoi the pandemonium lord
527601 | Zig:24   | Noticed Bokkoonu the pandemonium lord
527601 | Zig:24   | Killed Ymomm the pandemonium lord
527601 | Zig:24   | Killed Hydus Jil the pandemonium lord
527601 | Zig:24   | Killed Vyreger the pandemonium lord
527601 | Zig:24   | Killed Yrosam the pandemonium lord
527602 | Zig:24   | Noticed Voacw the pandemonium lord
527602 | Zig:24   | Noticed Oschymno the pandemonium lord
527602 | Zig:24   | Noticed Zatiocikk the pandemonium lord
527602 | Zig:24   | Killed Itwary the pandemonium lord
527603 | Zig:24   | Noticed Mexowaoch the pandemonium lord
527603 | Zig:24   | Noticed Siepp the pandemonium lord
527603 | Zig:24   | Noticed Nymosa the pandemonium lord
527603 | Zig:24   | Noticed Biecon the pandemonium lord
527603 | Zig:24   | Killed Myumuteth the pandemonium lord
527603 | Zig:24   | Killed Tuxt the pandemonium lord
527603 | Zig:24   | Killed Butsysm the pandemonium lord
527604 | Zig:24   | Noticed Eklemum the pandemonium lord
527604 | Zig:24   | Noticed Hessas the pandemonium lord
527604 | Zig:24   | Noticed Ogruett the pandemonium lord
527604 | Zig:24   | Noticed Ysusigutz the pandemonium lord
527606 | Zig:24   | Killed Seukh the pandemonium lord
527606 | Zig:24   | Killed Bokkoonu the pandemonium lord
527606 | Zig:24   | Killed Yhiaclo the pandemonium lord
527607 | Zig:24   | Noticed Ysepnan the pandemonium lord
527607 | Zig:24   | Noticed Ocwur the pandemonium lord
527609 | Zig:24   | Noticed Ececelis the pandemonium lord
527611 | Zig:24   | Noticed Natuosm the pandemonium lord
527611 | Zig:24   | Noticed Wanelyusch the pandemonium lord
527613 | Zig:24   | Noticed Gafisiy the pandemonium lord
527613 | Zig:24   | Noticed Gemavo Dato the pandemonium lord
527613 | Zig:24   | Noticed Ceteb the pandemonium lord
527613 | Zig:24   | Killed Lual Gomn the pandemonium lord
527613 | Zig:24   | Killed Adghiumme the pandemonium lord
527613 | Zig:24   | Killed Ogruett the pandemonium lord
527613 | Zig:24   | Killed Oxtoap the pandemonium lord
527613 | Zig:24   | Killed Voacw the pandemonium lord
527613 | Zig:24   | Killed Wuluter the pandemonium lord
527613 | Zig:24   | Killed Ocwur the pandemonium lord
527613 | Zig:24   | Killed Liggaegu the pandemonium lord
527614 | Zig:24   | Noticed Afeofa the pandemonium lord
527614 | Zig:24   | Killed Fug Byk the pandemonium lord
527614 | Zig:24   | Killed Veelanau the pandemonium lord
527614 | Zig:24   | Killed Xaygan the pandemonium lord
527614 | Zig:24   | Killed Dotilool the pandemonium lord
527615 | Zig:24   | Noticed Xeaxor the pandemonium lord
527615 | Zig:24   | Killed Efruemes the pandemonium lord
527616 | Zig:24   | Noticed Goefiwo the pandemonium lord
527616 | Zig:24   | Noticed Qich the pandemonium lord
527616 | Zig:24   | Noticed Bav Jush the pandemonium lord
527616 | Zig:24   | Noticed Eplori the pandemonium lord
527616 | Zig:24   | Noticed Bushifoi the pandemonium lord
527617 | Zig:24   | Noticed Eklu the pandemonium lord
527617 | Zig:24   | Noticed Yhoibb the pandemonium lord
527617 | Zig:24   | Noticed Koadasy the pandemonium lord
527617 | Zig:24   | Killed Oschymno the pandemonium lord
527617 | Zig:24   | Killed Gemavo Dato the pandemonium lord
527617 | Zig:24   | Killed Hessas the pandemonium lord
527617 | Zig:24   | Killed Ysusigutz the pandemonium lord
527617 | Zig:24   | Killed Biecon the pandemonium lord
527618 | Zig:24   | Noticed Melifi the pandemonium lord
527618 | Zig:24   | Noticed Aten the pandemonium lord
527618 | Zig:24   | Noticed Butuh the pandemonium lord
527619 | Zig:24   | Noticed Qeol the pandemonium lord
527619 | Zig:24   | Noticed Inaih the pandemonium lord
527619 | Zig:24   | Noticed Baim Waj the pandemonium lord
527619 | Zig:24   | Killed Qeol the pandemonium lord
527619 | Zig:24   | Killed Bav Jush the pandemonium lord
527619 | Zig:24   | Killed Siepp the pandemonium lord
527619 | Zig:24   | Killed Aten the pandemonium lord
527619 | Zig:24   | Killed Eklemum the pandemonium lord
527619 | Zig:24   | Killed Janez the pandemonium lord
527619 | Zig:24   | Killed Goefiwo the pandemonium lord
527619 | Zig:24   | Killed Baaklol the pandemonium lord
527620 | Zig:24   | Noticed Quwuy the pandemonium lord
527621 | Zig:24   | Noticed Mauloq the pandemonium lord
527622 | Zig:24   | Noticed Ahiow the pandemonium lord
527623 | Zig:24   | Killed Afeofa the pandemonium lord
527623 | Zig:24   | Killed Ececelis the pandemonium lord
527623 | Zig:24   | Killed Syshuusoi the pandemonium lord
527623 | Zig:24   | Killed Koadasy the pandemonium lord
527624 | Zig:24   | Noticed Judell the pandemonium lord
527624 | Zig:24   | Noticed Bataefuisi the pandemonium lord
527624 | Zig:24   | Noticed Ulith the pandemonium lord
527624 | Zig:24   | Killed Ahiow the pandemonium lord
527624 | Zig:24   | Killed Gafisiy the pandemonium lord
527624 | Zig:24   | Killed Melifi the pandemonium lord
527625 | Zig:24   | Noticed Pawor the pandemonium lord
527627 | Zig:24   | Noticed Sacoja the pandemonium lord
527627 | Zig:24   | Noticed Fom Lytiyrph the pandemonium lord
527627 | Zig:24   | Killed Natuosm the pandemonium lord
527628 | Zig:24   | Noticed Kebyssec the pandemonium lord
527628 | Zig:24   | Noticed Ocomuew the pandemonium lord
527628 | Zig:24   | Noticed Huqatt the pandemonium lord
527628 | Zig:24   | Noticed Moli the pandemonium lord
527628 | Zig:24   | Killed Ostrudin the pandemonium lord
527629 | Zig:24   | Killed Mauloq the pandemonium lord
527629 | Zig:24   | Killed Nymosa the pandemonium lord
527629 | Zig:24   | Killed Voulo the pandemonium lord
527629 | Zig:24   | Killed Wanelyusch the pandemonium lord
527629 | Zig:24   | Killed Uwis the pandemonium lord
527629 | Zig:24   | Killed Bataefuisi the pandemonium lord
527630 | Zig:24   | Noticed Nuidahemp the pandemonium lord
527630 | Zig:24   | Killed Ocomuew the pandemonium lord
527630 | Zig:24   | Killed Moli the pandemonium lord
527630 | Zig:24   | Killed Fom Lytiyrph the pandemonium lord
527630 | Zig:24   | Killed Eplori the pandemonium lord
527630 | Zig:24   | Killed Ysepnan the pandemonium lord
527630 | Zig:24   | Killed Inaih the pandemonium lord
527630 | Zig:24   | Killed Huqatt the pandemonium lord
527630 | Zig:24   | Killed Butuh the pandemonium lord
527631 | Zig:24   | Noticed Bamieps the pandemonium lord
527631 | Zig:24   | Noticed Degiamim the pandemonium lord
527631 | Zig:24   | Noticed Lekaq the pandemonium lord
527631 | Zig:24   | Killed Jedoqic the pandemonium lord
527632 | Zig:24   | Noticed Susoxebb the pandemonium lord
527632 | Zig:24   | Noticed Atuximeu the pandemonium lord
527632 | Zig:24   | Noticed Cataoc the pandemonium lord
527632 | Zig:24   | Noticed Fuisoo the pandemonium lord
527632 | Zig:24   | Noticed Poem the pandemonium lord
527632 | Zig:24   | Noticed Tuabutz the pandemonium lord
527632 | Zig:24   | Noticed Ownapec the pandemonium lord
527632 | Zig:24   | Noticed Puomut the pandemonium lord
527632 | Zig:24   | Noticed Mistotanle the pandemonium lord
527632 | Zig:24   | Noticed Wykesigu the pandemonium lord
527632 | Zig:24   | Noticed Otzuiciq the pandemonium lord
527632 | Zig:24   | Noticed Ararosch the pandemonium lord
527632 | Zig:24   | Noticed Nubupin the pandemonium lord
527632 | Zig:24   | Noticed Vieff the pandemonium lord
527632 | Zig:24   | Noticed Iguacs the pandemonium lord
527632 | Zig:24   | Noticed Qolirini the pandemonium lord
527632 | Zig:24   | Noticed Imeufu the pandemonium lord
527632 | Zig:24   | Noticed Igef Dad the pandemonium lord
527632 | Zig:24   | Noticed Quf Cut the pandemonium lord
527632 | Zig:24   | Noticed Jouraf the pandemonium lord
527632 | Zig:24   | Noticed Dolamawe the pandemonium lord
527632 | Zig:24   | Noticed Votegotaxt the pandemonium lord
527632 | Zig:24   | Noticed Foetuwk the pandemonium lord
527632 | Zig:24   | Noticed Gyllyar the pandemonium lord
527632 | Zig:24   | Noticed Qecvuh the pandemonium lord
527632 | Zig:24   | Noticed Wamipru the pandemonium lord
527632 | Zig:24   | Noticed Xustran the pandemonium lord
527632 | Zig:24   | Noticed Houjoj the pandemonium lord
527632 | Zig:24   | Noticed Nesk the pandemonium lord
527632 | Zig:24   | Noticed Aremu the pandemonium lord
527632 | Zig:24   | Noticed Jemois the pandemonium lord
527632 | Zig:24   | Noticed Folal the pandemonium lord
527632 | Zig:24   | Noticed Reozasm the pandemonium lord
527632 | Zig:24   | Noticed Jamoubuu the pandemonium lord
527632 | Zig:24   | Noticed Paw Nueph the pandemonium lord
527632 | Zig:24   | Noticed Kyraocox the pandemonium lord
527632 | Zig:24   | Noticed Roozamno the pandemonium lord
527632 | Zig:24   | Noticed Forepsex the pandemonium lord
527632 | Zig:24   | Noticed Cosu Len the pandemonium lord
527632 | Zig:24   | Noticed Otwees the pandemonium lord
527632 | Zig:24   | Noticed Masalypt the pandemonium lord
527632 | Zig:24   | Noticed Equr the pandemonium lord
527632 | Zig:24   | Noticed Dukerae the pandemonium lord
527632 | Zig:24   | Noticed Itha the pandemonium lord
527632 | Zig:24   | Noticed Pixkomafie the pandemonium lord
527632 | Zig:24   | Noticed Giurabb the pandemonium lord
527632 | Zig:24   | Noticed Ixtaattotzy the pandemonium lord
527632 | Zig:24   | Noticed Vaf Ummo the pandemonium lord
527632 | Zig:24   | Noticed Torr the pandemonium lord
527632 | Zig:24   | Noticed Giaheteg the pandemonium lord
527632 | Zig:24   | Noticed Qenircho the pandemonium lord
527632 | Zig:24   | Killed Degiamim the pandemonium lord
527633 | Zig:24   | Noticed Adwa Rull the pandemonium lord
527633 | Zig:24   | Noticed Echugum the pandemonium lord
527633 | Zig:24   | Noticed Muovuxt the pandemonium lord
527633 | Zig:24   | Noticed Rotujuab the pandemonium lord
527633 | Zig:24   | Noticed Waef Laj the pandemonium lord
527633 | Zig:24   | Noticed Siduilih the pandemonium lord
527634 | Zig:24   | Noticed Puuruj the pandemonium lord
527634 | Zig:24   | Noticed Siezilej the pandemonium lord
527636 | Zig:24   | Killed Judell the pandemonium lord
527637 | Zig:24   | Killed Qich the pandemonium lord
527639 | Zig:24   | Noticed Fomn the pandemonium lord
527643 | Zig:24   | Killed Dolamawe the pandemonium lord
527645 | Zig:24   | Killed Mexowaoch the pandemonium lord
527645 | Zig:24   | Killed Bushifoi the pandemonium lord
527645 | Zig:24   | Killed Pawor the pandemonium lord
527646 | Zig:24   | Killed Baim Waj the pandemonium lord
527646 | Zig:24   | Killed Ixtaattotzy the pandemonium lord
527646 | Zig:24   | Killed Eklu the pandemonium lord
527646 | Zig:24   | Killed Cosu Len the pandemonium lord
527646 | Zig:24   | Killed Quwuy the pandemonium lord
527646 | Zig:24   | Killed Xeaxor the pandemonium lord
527648 | Zig:24   | Killed Kyraocox the pandemonium lord
527650 | Zig:24   | Killed Reozasm the pandemonium lord
527650 | Zig:24   | Killed Pixkomafie the pandemonium lord
527650 | Zig:24   | Killed Lekaq the pandemonium lord
527650 | Zig:24   | Killed Dukerae the pandemonium lord
527650 | Zig:24   | Killed Quf Cut the pandemonium lord
527650 | Zig:24   | Killed Foetuwk the pandemonium lord
527651 | Zig:24   | Noticed Unujirynih the pandemonium lord
527657 | Zig:24   | Killed Qolirini the pandemonium lord
527657 | Zig:24   | Killed Aremu the pandemonium lord
527657 | Zig:24   | Killed Kebyssec the pandemonium lord
527657 | Zig:24   | Killed Mistotanle the pandemonium lord
527657 | Zig:24   | Killed Puuruj the pandemonium lord
527657 | Zig:24   | Killed Zatiocikk the pandemonium lord
527657 | Zig:24   | Killed Siezilej the pandemonium lord
527658 | Zig:24   | Killed Nuidahemp the pandemonium lord
527658 | Zig:24   | Killed Fuisoo the pandemonium lord
527658 | Zig:24   | Killed Giurabb the pandemonium lord
527658 | Zig:24   | Killed Fitid the pandemonium lord
527658 | Zig:24   | Killed Sacoja the pandemonium lord
527660 | Zig:24   | Killed Otzuiciq the pandemonium lord
527660 | Zig:24   | Killed Qecvuh the pandemonium lord
527660 | Zig:24   | Killed Waef Laj the pandemonium lord
527660 | Zig:24   | Killed Ownapec the pandemonium lord
527660 | Zig:24   | Killed Echugum the pandemonium lord
527660 | Zig:24   | Killed Atuximeu the pandemonium lord
527660 | Zig:24   | Killed Jouraf the pandemonium lord
527663 | Zig:24   | Killed Roozamno the pandemonium lord
527663 | Zig:24   | Killed Tuabutz the pandemonium lord
527663 | Zig:24   | Killed Bamieps the pandemonium lord
527665 | Zig:24   | Killed Poem the pandemonium lord
527666 | Zig:24   | Killed Otwees the pandemonium lord
527666 | Zig:24   | Killed Ulith the pandemonium lord
527666 | Zig:24   | Killed Yhoibb the pandemonium lord
527666 | Zig:24   | Killed Itha the pandemonium lord
527666 | Zig:24   | Killed Wykesigu the pandemonium lord
527666 | Zig:24   | Killed Folal the pandemonium lord
527667 | Zig:24   | Killed Siduilih the pandemonium lord
527667 | Zig:24   | Killed Iguacs the pandemonium lord
527668 | Zig:24   | Noticed Xizaz the pandemonium lord
527668 | Zig:24   | Killed Xustran the pandemonium lord
527669 | Zig:24   | Noticed Xet Paeh the pandemonium lord
527670 | Zig:24   | Noticed Watyam the pandemonium lord
527671 | Zig:24   | Noticed Keatik the pandemonium lord
527671 | Zig:24   | Noticed Imioss the pandemonium lord
527673 | Zig:24   | Noticed Ohaosaddao the pandemonium lord
527673 | Zig:24   | Noticed Nikkoti the pandemonium lord
527673 | Zig:24   | Noticed Zuaffuuc the pandemonium lord
527673 | Zig:24   | Noticed Cuedyutz the pandemonium lord
527674 | Zig:24   | Noticed Kuawarph the pandemonium lord
527674 | Zig:24   | Noticed Sutek the pandemonium lord
527675 | Zig:24   | Noticed Fogomuatt the pandemonium lord
527675 | Zig:24   | Killed Unujirynih the pandemonium lord
527676 | Zig:24   | Killed Ceteb the pandemonium lord
527676 | Zig:24   | Killed Igef Dad the pandemonium lord
527677 | Zig:24   | Noticed Daofosas the pandemonium lord
527677 | Zig:24   | Noticed Ogani the pandemonium lord
527678 | Zig:24   | Killed Ogani the pandemonium lord
527678 | Zig:24   | Killed Xizaz the pandemonium lord
527678 | Zig:24   | Killed Susoxebb the pandemonium lord
527678 | Zig:24   | Killed Kuawarph the pandemonium lord
527678 | Zig:24   | Killed Puomut the pandemonium lord
527679 | Zig:24   | Noticed Uloann the pandemonium lord
527681 | Zig:24   | Killed Nubupin the pandemonium lord
527681 | Zig:24   | Killed Vieff the pandemonium lord
527681 | Zig:24   | Killed Muovuxt the pandemonium lord
527683 | Zig:24   | Killed Cataoc the pandemonium lord
527683 | Zig:24   | Killed Adwa Rull the pandemonium lord
527683 | Zig:24   | Killed Gyllyar the pandemonium lord
527683 | Zig:24   | Killed Xet Paeh the pandemonium lord
527683 | Zig:24   | Killed Jemois the pandemonium lord
527683 | Zig:24   | Killed Oradill the pandemonium lord
527683 | Zig:24   | Killed Keatik the pandemonium lord
527683 | Zig:24   | Killed Watyam the pandemonium lord
527685 | Zig:24   | Noticed Rarozorph the pandemonium lord
527685 | Zig:24   | Killed Sutek the pandemonium lord
527685 | Zig:24   | Killed Ohaosaddao the pandemonium lord
527685 | Zig:24   | Killed Qenircho the pandemonium lord
527685 | Zig:24   | Killed Forepsex the pandemonium lord
527685 | Zig:24   | Killed Zuaffuuc the pandemonium lord
527685 | Zig:24   | Killed Nyschokho the pandemonium lord
527688 | Zig:24   | Noticed Lofoiqi the pandemonium lord
527688 | Zig:24   | Killed Nikkoti the pandemonium lord
527689 | Zig:24   | Noticed Toatweaff the pandemonium lord
527689 | Zig:24   | Noticed Qufaifac the pandemonium lord
527689 | Zig:24   | Killed Wamipru the pandemonium lord
527690 | Zig:24   | Killed Rotujuab the pandemonium lord
527690 | Zig:24   | Killed Imioss the pandemonium lord
527690 | Zig:24   | Killed Vaf Ummo the pandemonium lord
527690 | Zig:24   | Killed Votegotaxt the pandemonium lord
527690 | Zig:24   | Killed Giaheteg the pandemonium lord
527690 | Zig:24   | Killed Cuedyutz the pandemonium lord
527690 | Zig:24   | Killed Equr the pandemonium lord
527690 | Zig:24   | Killed Imeufu the pandemonium lord
527691 | Zig:24   | Noticed Nahyofuru the pandemonium lord
527691 | Zig:24   | Killed Nesk the pandemonium lord
527691 | Zig:24   | Killed Rarozorph the pandemonium lord
527692 | Zig:24   | Noticed Fuppiseaca the pandemonium lord
527693 | Zig:24   | Noticed Domaudo the pandemonium lord
527694 | Zig:24   | Noticed Sehaist the pandemonium lord
527694 | Zig:24   | Noticed Jeexkew the pandemonium lord
527694 | Zig:24   | Killed Nahyofuru the pandemonium lord
527694 | Zig:24   | Killed Fuppiseaca the pandemonium lord
527694 | Zig:24   | Killed Sat Zoc the pandemonium lord
527694 | Zig:24   | Killed Daofosas the pandemonium lord
527694 | Zig:24   | Killed Xostruf the pandemonium lord
527694 | Zig:24   | Killed Ararosch the pandemonium lord
527694 | Zig:24   | Killed Toatweaff the pandemonium lord
527695 | Zig:24   | Noticed Paurid the pandemonium lord
527695 | Zig:24   | Killed Jeexkew the pandemonium lord
527695 | Zig:24   | Killed Qufaifac the pandemonium lord
527695 | Zig:24   | Killed Luotyna the pandemonium lord
527696 | Zig:24   | Noticed Pavic the pandemonium lord
527696 | Zig:24   | Noticed Ytiblit the pandemonium lord
527697 | Zig:24   | Noticed Tismill the pandemonium lord
527698 | Zig:24   | Noticed Kecet Zia the pandemonium lord
527698 | Zig:24   | Noticed Goiheez the pandemonium lord
527699 | Zig:24   | Noticed Wawak the pandemonium lord
527699 | Zig:24   | Noticed Eruk the pandemonium lord
527699 | Zig:24   | Noticed Efiwn the pandemonium lord
527699 | Zig:24   | Killed Sehaist the pandemonium lord
527699 | Zig:24   | Killed Naris the pandemonium lord
527699 | Zig:24   | Killed Lofoiqi the pandemonium lord
527700 | Zig:24   | Killed Ytiblit the pandemonium lord
527700 | Zig:24   | Killed Goiheez the pandemonium lord
527700 | Zig:24   | Killed Paurid the pandemonium lord
527700 | Zig:24   | Killed Domaudo the pandemonium lord
527700 | Zig:24   | Killed Fogomuatt the pandemonium lord
527701 | Zig:24   | Noticed Faisuc the pandemonium lord
527701 | Zig:24   | Killed Tismill the pandemonium lord
527702 | Zig:24   | Killed Torr the pandemonium lord
527702 | Zig:24   | Killed Wawak the pandemonium lord
527702 | Zig:24   | Killed Kesofuv the pandemonium lord
527702 | Zig:24   | Killed Masalypt the pandemonium lord
527702 | Zig:24   | Killed Pavic the pandemonium lord
527703 | Zig:24   | Killed Kecet Zia the pandemonium lord
527705 | Zig:24   | Noticed Sunips the pandemonium lord
527707 | Zig:24   | Noticed Rifouz the pandemonium lord
527707 | Zig:24   | Noticed Urealaer the pandemonium lord
527707 | Zig:24   | Killed Efiwn the pandemonium lord
527707 | Zig:24   | Killed Piso the pandemonium lord
527708 | Zig:24   | Noticed Sacat the pandemonium lord
527708 | Zig:24   | Noticed Sitrorer the pandemonium lord
527709 | Zig:24   | Noticed Sasyrghag the pandemonium lord
527709 | Zig:24   | Noticed Ityphadgh the pandemonium lord
527710 | Zig:24   | Noticed Huttuddu the pandemonium lord
527710 | Zig:24   | Noticed Sumack the pandemonium lord
527710 | Zig:24   | Noticed Pizipp the pandemonium lord
527711 | Zig:24   | Noticed Tumm the pandemonium lord
527711 | Zig:24   | Noticed Pusim the pandemonium lord
527711 | Zig:24   | Killed Faisuc the pandemonium lord
527711 | Zig:24   | Killed Jamoubuu the pandemonium lord
527712 | Zig:24   | Noticed Eptopsoi the pandemonium lord
527713 | Zig:24   | Noticed Seussozi the pandemonium lord
527713 | Zig:24   | Killed Rifouz the pandemonium lord
527713 | Zig:24   | Killed Sitrorer the pandemonium lord
527714 | Zig:24   | Noticed Yrghoaj the pandemonium lord
527714 | Zig:24   | Noticed Pelolag the pandemonium lord
527714 | Zig:24   | Killed Xoeru the pandemonium lord
527714 | Zig:24   | Killed Fomn the pandemonium lord
527715 | Zig:24   | Noticed Urahekke the pandemonium lord
527715 | Zig:24   | Noticed Mustran the pandemonium lord
527715 | Zig:24   | Noticed Noaj the pandemonium lord
527715 | Zig:24   | Noticed Qymeps the pandemonium lord
527715 | Zig:24   | Killed Pizipp the pandemonium lord
527715 | Zig:24   | Killed Eruk the pandemonium lord
527715 | Zig:24   | Killed Ityphadgh the pandemonium lord
527715 | Zig:24   | Killed Sacat the pandemonium lord
527716 | Zig:24   | Noticed Zosoi the pandemonium lord
527717 | Zig:24   | Noticed Jailips the pandemonium lord
527717 | Zig:24   | Noticed Elaelax the pandemonium lord
527717 | Zig:24   | Noticed Tihe the pandemonium lord
527717 | Zig:24   | Killed Urealaer the pandemonium lord
527718 | Zig:24   | Noticed Lionaec the pandemonium lord
527719 | Zig:24   | Noticed Iguwosh the pandemonium lord
527720 | Zig:24   | Noticed Donaky the pandemonium lord
527722 | Zig:24   | Killed Eptopsoi the pandemonium lord
527722 | Zig:24   | Killed Tumm the pandemonium lord
527722 | Zig:24   | Killed Uloann the pandemonium lord
527722 | Zig:24   | Killed Donaky the pandemonium lord
527723 | Zig:24   | Noticed Boj Cuqieck the pandemonium lord
527723 | Zig:24   | Noticed Axzanub the pandemonium lord
527724 | Zig:24   | Killed Urahekke the pandemonium lord
527724 | Zig:24   | Killed Noaj the pandemonium lord
527724 | Zig:24   | Killed Sasyrghag the pandemonium lord
527724 | Zig:24   | Killed Yrghoaj the pandemonium lord
527724 | Zig:24   | Killed Seussozi the pandemonium lord
527727 | Zig:24   | Noticed Radoir the pandemonium lord
527730 | Zig:24   | Noticed Ijaisk the pandemonium lord
527730 | Zig:24   | Noticed Hoehip the pandemonium lord
527731 | Zig:24   | Noticed Ligh the pandemonium lord
527731 | Zig:24   | Noticed Sewur the pandemonium lord
527732 | Zig:24   | Noticed Faraelivva the pandemonium lord
527732 | Zig:24   | Noticed Jiqiof the pandemonium lord
527732 | Zig:24   | Killed Qymeps the pandemonium lord
527732 | Zig:24   | Killed Huttuddu the pandemonium lord
527732 | Zig:24   | Killed Paw Nueph the pandemonium lord
527733 | Zig:24   | Noticed Haulir the pandemonium lord
527733 | Zig:24   | Noticed Ebempodgh the pandemonium lord
527733 | Zig:24   | Noticed Qesoatz the pandemonium lord
527733 | Zig:24   | Killed Iguwosh the pandemonium lord
527733 | Zig:24   | Killed Axzanub the pandemonium lord
527733 | Zig:24   | Killed Pelolag the pandemonium lord
527733 | Zig:24   | Killed Faraelivva the pandemonium lord
527733 | Zig:24   | Killed Zosoi the pandemonium lord
527733 | Zig:24   | Killed Radoir the pandemonium lord
527733 | Zig:24   | Killed Lionaec the pandemonium lord
527736 | Zig:24   | Noticed Zapsak the pandemonium lord
527736 | Zig:24   | Noticed Zish the pandemonium lord
527737 | Zig:24   | Noticed Siatib the pandemonium lord
527738 | Zig:24   | Noticed Sirgh the pandemonium lord
527738 | Zig:24   | Killed Elaelax the pandemonium lord
527739 | Zig:24   | Killed Jiqiof the pandemonium lord
527739 | Zig:24   | Killed Sunips the pandemonium lord
527740 | Zig:24   | Noticed Jaibb the pandemonium lord
527741 | Zig:24   | Noticed Ecoah the pandemonium lord
527741 | Zig:24   | Noticed Hetiorr the pandemonium lord
527741 | Zig:24   | Killed Sumack the pandemonium lord
527741 | Zig:24   | Killed Zish the pandemonium lord
527742 | Zig:24   | Killed Boj Cuqieck the pandemonium lord
527743 | Zig:24   | Killed Mustran the pandemonium lord
527744 | Zig:24   | Noticed Kaig the pandemonium lord
527744 | Zig:24   | Killed Haulir the pandemonium lord
527745 | Zig:24   | Killed Ebempodgh the pandemonium lord
527745 | Zig:24   | Killed Jaibb the pandemonium lord
527746 | Zig:24   | Noticed Ceab the pandemonium lord
527747 | Zig:24   | Noticed Ysorghod the pandemonium lord
527747 | Zig:24   | Killed Sirgh the pandemonium lord
527747 | Zig:24   | Killed Pusim the pandemonium lord
527747 | Zig:24   | Killed Houjoj the pandemonium lord
527747 | Zig:24   | Killed Hoehip the pandemonium lord
527748 | Zig:24   | Noticed Rimosao the pandemonium lord
527749 | Zig:24   | Noticed Reshim the pandemonium lord
527749 | Zig:24   | Noticed Fudesept the pandemonium lord
527751 | Zig:24   | Killed Sewur the pandemonium lord
527751 | Zig:24   | Killed Rimosao the pandemonium lord
527751 | Zig:24   | Killed Qesoatz the pandemonium lord
527751 | Zig:24   | Killed Kaig the pandemonium lord
527751 | Zig:24   | Killed Ijaisk the pandemonium lord
527752 | Zig:24   | Killed Jailips the pandemonium lord
527753 | Zig:24   | Killed Reshim the pandemonium lord
527753 | Zig:24   | Killed Kiocsell the pandemonium lord
527753 | Zig:24   | Killed Tihe the pandemonium lord
527753 | Zig:24   | Killed Siatib the pandemonium lord
527753 | Zig:24   | Killed Fudesept the pandemonium lord
527753 | Zig:24   | Killed Qoplofeb the pandemonium lord
527753 | Zig:24   | Killed Ceab the pandemonium lord
527753 | Zig:24   | Killed Ysorghod the pandemonium lord
527757 | Zig:24   | Noticed Anyinaps the pandemonium lord
527759 | Zig:24   | Noticed Wiufoul the pandemonium lord
527760 | Zig:24   | Noticed Ithapn the pandemonium lord
527760 | Zig:24   | Killed Hetiorr the pandemonium lord
527762 | Zig:24   | Noticed Xeshregau the pandemonium lord
527763 | Zig:24   | Killed Ithapn the pandemonium lord
527763 | Zig:24   | Killed Ligh the pandemonium lord
527763 | Zig:24   | Killed Ecoah the pandemonium lord
527763 | Zig:24   | Killed Anyinaps the pandemonium lord
527763 | Zig:24   | Killed Xeshregau the pandemonium lord
527765 | Zig:24   | Noticed Bokh the pandemonium lord
527765 | Zig:24   | Killed Zapsak the pandemonium lord
527771 | Zig:24   | Noticed Qengoschi the pandemonium lord
527773 | Zig:24   | Killed Bokh the pandemonium lord
527773 | Zig:24   | Killed Wiufoul the pandemonium lord
527774 | Zig:24   | Killed Qengoschi the pandemonium lord
527778 | Zig:24   | Noticed Igiorph Foeqo the pandemonium lord
527778 | Zig:24   | Killed Igiorph Foeqo the pandemonium lord
527833 | Zig:24   | Identified the +2 pair of boots of Ecobockaedy {rPois rF+ Str+4 Stlth+} (You found it on level 24 of a ziggurat)
527837 | Zig:24   | Got a vibrating lead ring
527839 | Zig:24   | Identified the ring "Pebez" {Fire *Drain rElec Str+3} (You found it on level 24 of a ziggurat)
527845 | Zig:24   | Got a sparkling ivory amulet
527846 | Zig:24   | Identified the amulet "Xaman" {Faith rPois Dex+3} (You found it on level 24 of a ziggurat)
527880 | Zig:24   | Got a shimmering crystal amulet
527881 | Zig:24   | Identified the amulet of Fuxoggiz {Spirit rElec rF+ Int-5 SInv} (You found it on level 24 of a ziggurat)
527890 | Zig:24   | Got a scintillating iron ring
527892 | Zig:24   | Identified the ring of Lischeka {Wiz Slay+2} (You found it on level 24 of a ziggurat)
528222 | Zig:25   | Entered Level 25 of a ziggurat
528275 | Zig:25   | Got an ancient steel ring
528277 | Zig:25   | Identified the cursed ring of Gekhler {rElec MR+ Dex-2 SInv} (You found it on level 25 of a ziggurat)
528309 | Zig:25   | Got a coiled graven amulet
528310 | Zig:25   | Identified the amulet of Denoblu {Spirit rN+ Int+6} (You found it on level 25 of a ziggurat)
528323 | Zig:25   | Got an ancient steel ring
528405 | Zig:25   | Got a heavily runed bronze ring
528406 | Zig:25   | Identified the ring of Akhyt {rElec rN+ MR+ Int+4} (You found it on level 25 of a ziggurat)
528530 | Zig:25   | Got a clouded bronze amulet
528532 | Zig:25   | Identified the amulet "Tus Forue" {Faith Dex+2} (You found it on level 25 of a ziggurat)
528536 | Zig:25   | Got a pitted zirconium amulet
528537 | Zig:25   | Identified the amulet of Xawoiheu {Inacc rF+ rN+ SInv} (You found it on level 25 of a ziggurat)
528542 | Zig:25   | Got a vibrating iron ring
528543 | Zig:25   | Identified the ring "Xiepyfof" {Str+3 Dex+2 Stlth-} (You found it on level 25 of a ziggurat)
528546 | Zig:25   | Identified Sif Muna's Almanac of Mutagenic Displacement
528552 | Zig:25   | Identified Sif Muna's Papyrus of Unstable Black Magic
528598 | Zig:26   | Entered Level 26 of a ziggurat
528659 | Zig:26   | Identified the cursed +0 helmet of the Saviour {rElec rF- Str+7 Dex+2} (You found it on level 26 of a ziggurat)
528673 | Zig:26   | Got a crude tin ring
528675 | Zig:26   | Identified the ring "Cueffij" {rF+ MR+ Stlth+} (You found it on level 26 of a ziggurat)
528681 | Zig:26   | Identified the +6 broad axe of Laceration {vamp, *Slow rElec Int+7 Dex+8} (You found it on level 26 of a ziggurat)
528683 | Zig:26   | Identified the ring "Fagyugue" {rElec Int+3} (You found it on level 25 of a ziggurat)
528714 | Zig:26   | Got a slimy bronze ring
528715 | Zig:26   | Identified the ring of the Cuttlefish {Ice MR+ Int+3 Dex-4} (You found it on level 26 of a ziggurat)
528843 | Zig:26   | Identified Further Progress in Theurgy
528846 | Zig:26   | Got a twitching bronze ring
528847 | Zig:26   | Identified the ring of Amuloll {rCorr +Inv rN++} (You found it on level 26 of a ziggurat)
528851 | Zig:26   | Got a transparent glass ring
528852 | Zig:26   | Identified the ring "Neabluereu" {rCorr rPois rN+ Dex+2} (You found it on level 26 of a ziggurat)
528857 | Zig:26   | Got a pitted brass ring
528858 | Zig:26   | Identified the ring "Niezxorei" {+Inv rPois rC- rN+ Str+4} (You found it on level 26 of a ziggurat)
528868 | Zig:26   | Got an ancient marble ring
528869 | Zig:26   | Identified the ring of Zuogidim {+Fly rElec MR+ Int+2 Slay+3} (You found it on level 26 of a ziggurat)
528890 | Zig:26   | Got a slimy ivory amulet
528891 | Zig:26   | Identified the amulet of Wegof {Reflect +Inv Str+2 SH+4} (You found it on level 26 of a ziggurat)
528896 | Zig:26   | Got a vibrating ruby amulet
528897 | Zig:26   | Identified the amulet "Hurry" {+Rage +Fly rPois rF+} (You found it on level 26 of a ziggurat)
528914 | Zig:26   | Identified the +11 broad axe of the Lettuce {chop, rPois MP+9 Str-2 Stlth+} (You found it on level 26 of a ziggurat)
528955 | Zig:27   | Entered Level 27 of a ziggurat
529055 | Zig:27   | Got a shimmering amber ring
529057 | Zig:27   | Identified the ring "Rifur" {MR+ Str+3} (You found it on level 27 of a ziggurat)
529069 | Zig:27   | Got a brightly glowing garnet amulet
529070 | Zig:27   | Identified the amulet "Diucyfum" {+Rage rPois rF+ rN+++ Str-3} (You found it on level 27 of a ziggurat)
529096 | Zig:27   | Identified the +6 broad axe of Omakewk {drain, rPois rC+} (You found it on level 27 of a ziggurat)
529113 | Zig:27   | Identified the Collected Works on Ghastly Moulding
529265 | Zig:27   | Got a heavily runed jade ring
529266 | Zig:27   | Identified the ring "Tenaliaj" {rC+ Stlth+} (You found it on level 27 of a ziggurat)
529277 | Zig:27   | Identified the +5 broad axe of Radicalism {antimagic, rPois} (You found it on level 27 of a ziggurat)
529487 | Depths:2 | Identified the -5 hat of the Commoners {rF+ rN+} (You acquired it on level 2 of the Depths)
529488 | Depths:2 | Identified the +2 pair of gloves of Chimes {*Slow rCorr Str+3 Dex+3} (You acquired it on level 2 of the Depths)
529489 | Depths:2 | Identified the +2 pair of gloves of Helum {rCorr Int+4} (You acquired it on level 2 of the Depths)
529490 | Depths:2 | Identified the +0 cloak of Happy Babbling {Slay+4} (You acquired it on level 2 of the Depths)
529491 | Depths:2 | Identified the +0 cloak of the Harp {rC- Dex+6} (You acquired it on level 2 of the Depths)
529492 | Depths:2 | Identified the +1 large shield of Inaction {rC+ Int+4 Dex-4} (You acquired it on level 2 of the Depths)
529493 | Depths:2 | Got a jewelled shield
529593 | Zig:1    | Entered Level 1 of a ziggurat
529782 | Zig:2    | Entered Level 2 of a ziggurat
529782 | Zig:2    | Noticed Iqont the pandemonium lord
529782 | Zig:2    | Noticed Guceurghemapn the pandemonium lord
529782 | Zig:2    | Noticed Howe Qul the pandemonium lord
529782 | Zig:2    | Noticed Qoytust the pandemonium lord
529782 | Zig:2    | Noticed Arhunaam the pandemonium lord
529782 | Zig:2    | Noticed Filyjah the pandemonium lord
529782 | Zig:2    | Noticed Anocau the pandemonium lord
529782 | Zig:2    | Noticed Boegaeni the pandemonium lord
529782 | Zig:2    | Noticed Bosomned the pandemonium lord
529782 | Zig:2    | Noticed Yruoclov the pandemonium lord
529782 | Zig:2    | Noticed Zich the pandemonium lord
529782 | Zig:2    | Noticed Uraidetala the pandemonium lord
529782 | Zig:2    | Noticed Diroah the pandemonium lord
529782 | Zig:2    | Noticed Xafisk the pandemonium lord
529782 | Zig:2    | Noticed Wadduf the pandemonium lord
529782 | Zig:2    | Noticed Codem the pandemonium lord
529782 | Zig:2    | Noticed Doabrakk the pandemonium lord
529784 | Zig:2    | Noticed Maddupn the pandemonium lord
529784 | Zig:2    | Noticed Puge Pagu the pandemonium lord
529786 | Zig:2    | Noticed Qateis the pandemonium lord
529788 | Zig:2    | Noticed Zuesiohu the pandemonium lord
529788 | Zig:2    | Killed Codem the pandemonium lord
529790 | Zig:2    | Noticed Sesuwev the pandemonium lord
529791 | Zig:2    | Killed Arhunaam the pandemonium lord
529792 | Zig:2    | Noticed Nazead the pandemonium lord
529792 | Zig:2    | Killed Yruoclov the pandemonium lord
529792 | Zig:2    | Killed Doabrakk the pandemonium lord
529793 | Zig:2    | Noticed Nale the pandemonium lord
529793 | Zig:2    | Noticed Nap Rec the pandemonium lord
529793 | Zig:2    | Killed Nazead the pandemonium lord
529793 | Zig:2    | Killed Qiaj the pandemonium lord
529793 | Zig:2    | Killed Iqont the pandemonium lord
529793 | Zig:2    | Killed Diroah the pandemonium lord
529793 | Zig:2    | Killed Zich the pandemonium lord
529793 | Zig:2    | Killed Guceurghemapn the pandemonium lord
529794 | Zig:2    | Killed Nap Rec the pandemonium lord
529795 | Zig:2    | Noticed Fustiempao the pandemonium lord
529795 | Zig:2    | Killed Sesuwev the pandemonium lord
529795 | Zig:2    | Killed Filyjah the pandemonium lord
529796 | Zig:2    | Noticed Ximnuton the pandemonium lord
529798 | Zig:2    | Killed Qoytust the pandemonium lord
529798 | Zig:2    | Killed Xafisk the pandemonium lord
529798 | Zig:2    | Killed Boegaeni the pandemonium lord
529798 | Zig:2    | Killed Anocau the pandemonium lord
529798 | Zig:2    | Killed Howe Qul the pandemonium lord
529799 | Zig:2    | Killed Ximnuton the pandemonium lord
529799 | Zig:2    | Killed Zuesiohu the pandemonium lord
529799 | Zig:2    | Killed Puge Pagu the pandemonium lord
529799 | Zig:2    | Killed Pieduiri the pandemonium lord
529799 | Zig:2    | Killed Bosomned the pandemonium lord
529799 | Zig:2    | Killed Maddupn the pandemonium lord
529799 | Zig:2    | Killed Wadduf the pandemonium lord
529799 | Zig:2    | Killed Uraidetala the pandemonium lord
529799 | Zig:2    | Killed Nale the pandemonium lord
529802 | Zig:2    | Noticed Toahif the pandemonium lord
529805 | Zig:2    | Noticed Luntude the pandemonium lord
529807 | Zig:2    | Killed Luntude the pandemonium lord
529807 | Zig:2    | Killed Qateis the pandemonium lord
529808 | Zig:2    | Killed Toahif the pandemonium lord
529809 | Zig:2    | Noticed Uwkideiwe the pandemonium lord
529813 | Zig:2    | Killed Fustiempao the pandemonium lord
529814 | Zig:2    | Killed Uwkideiwe the pandemonium lord
529928 | Zig:3    | Entered Level 3 of a ziggurat
529954 | Zig:3    | Identified the Grimoire of Quantum Shape Shifting
529963 | Zig:3    | Identified the cursed +0 steam dragon scales "Xyefieck" {Int+7} (You found it on level 3 of a ziggurat)
529974 | Zig:4    | Entered Level 4 of a ziggurat
530034 | Zig:5    | Entered Level 5 of a ziggurat
530108 | Zig:6    | Entered Level 6 of a ziggurat
530108 | Zig:6    | Noticed Tyleh the pandemonium lord
530108 | Zig:6    | Noticed Cieteife the pandemonium lord
530108 | Zig:6    | Noticed Zuckistu the pandemonium lord
530108 | Zig:6    | Noticed Ysmuoh the pandemonium lord
530108 | Zig:6    | Noticed Rithunek the pandemonium lord
530108 | Zig:6    | Noticed Rousomet the pandemonium lord
530108 | Zig:6    | Noticed Seutt the pandemonium lord
530108 | Zig:6    | Noticed Kitum the pandemonium lord
530108 | Zig:6    | Noticed Meoneyxo the pandemonium lord
530108 | Zig:6    | Noticed Saceir the pandemonium lord
530108 | Zig:6    | Noticed Keocsagu the pandemonium lord
530108 | Zig:6    | Noticed Netous the pandemonium lord
530108 | Zig:6    | Noticed Hiaqial the pandemonium lord
530108 | Zig:6    | Noticed Ofeog Pyu the pandemonium lord
530108 | Zig:6    | Noticed Foer the pandemonium lord
530108 | Zig:6    | Noticed Baogiet the pandemonium lord
530108 | Zig:6    | Noticed Ygigef the pandemonium lord
530108 | Zig:6    | Noticed Sibbuj the pandemonium lord
530108 | Zig:6    | Noticed Wiexoph the pandemonium lord
530108 | Zig:6    | Noticed Xar Puis the pandemonium lord
530108 | Zig:6    | Noticed Qugg the pandemonium lord
530108 | Zig:6    | Noticed Cifoban the pandemonium lord
530108 | Zig:6    | Noticed Causch the pandemonium lord
530108 | Zig:6    | Noticed Peoheem the pandemonium lord
530110 | Zig:6    | Noticed Amoit the pandemonium lord
530110 | Zig:6    | Noticed Ykeecoaz the pandemonium lord
530111 | Zig:6    | Noticed Cedocemy the pandemonium lord
530112 | Zig:6    | Killed Sibbuj the pandemonium lord
530113 | Zig:6    | Noticed Liudya the pandemonium lord
530113 | Zig:6    | Killed Ygigef the pandemonium lord
530114 | Zig:6    | Noticed Zirralo the pandemonium lord
530114 | Zig:6    | Killed Rithunek the pandemonium lord
530114 | Zig:6    | Killed Peoheem the pandemonium lord
530114 | Zig:6    | Killed Ykeecoaz the pandemonium lord
530114 | Zig:6    | Killed Saceir the pandemonium lord
530114 | Zig:6    | Killed Ofeog Pyu the pandemonium lord
530115 | Zig:6    | Noticed Nyoleessa the pandemonium lord
530115 | Zig:6    | Killed Amoit the pandemonium lord
530115 | Zig:6    | Killed Causch the pandemonium lord
530115 | Zig:6    | Killed Ryinyxka the pandemonium lord
530115 | Zig:6    | Killed Xar Puis the pandemonium lord
530115 | Zig:6    | Killed Hiaqial the pandemonium lord
530115 | Zig:6    | Killed Foer the pandemonium lord
530115 | Zig:6    | Killed Cieteife the pandemonium lord
530116 | Zig:6    | Noticed Gugral the pandemonium lord
530117 | Zig:6    | Noticed Luxuac the pandemonium lord
530117 | Zig:6    | Noticed Luolecit the pandemonium lord
530118 | Zig:6    | Killed Wiexoph the pandemonium lord
530118 | Zig:6    | Killed Kitum the pandemonium lord
530118 | Zig:6    | Killed Liudya the pandemonium lord
530118 | Zig:6    | Killed Qugg the pandemonium lord
530118 | Zig:6    | Killed Cifoban the pandemonium lord
530118 | Zig:6    | Killed Keocsagu the pandemonium lord
530118 | Zig:6    | Killed Cedocemy the pandemonium lord
530118 | Zig:6    | Killed Meoneyxo the pandemonium lord
530121 | Zig:6    | Noticed Gogu the pandemonium lord
530121 | Zig:6    | Killed Nyoleessa the pandemonium lord
530121 | Zig:6    | Killed Luxuac the pandemonium lord
530124 | Zig:6    | Noticed Wagau the pandemonium lord
530124 | Zig:6    | Killed Rousomet the pandemonium lord
530124 | Zig:6    | Killed Gugral the pandemonium lord
530124 | Zig:6    | Killed Luolecit the pandemonium lord
530124 | Zig:6    | Killed Ysmuoh the pandemonium lord
530124 | Zig:6    | Killed Zirralo the pandemonium lord
530125 | Zig:6    | Noticed Nossam the pandemonium lord
530126 | Zig:6    | Killed Gogu the pandemonium lord
530127 | Zig:6    | Noticed Becerghe the pandemonium lord
530127 | Zig:6    | Noticed Kyapsaf the pandemonium lord
530127 | Zig:6    | Noticed Wih Hox the pandemonium lord
530128 | Zig:6    | Killed Kyapsaf the pandemonium lord
530128 | Zig:6    | Killed Otwadoets the pandemonium lord
530128 | Zig:6    | Killed Becerghe the pandemonium lord
530128 | Zig:6    | Killed Baogiet the pandemonium lord
530128 | Zig:6    | Killed Uwizxen the pandemonium lord
530128 | Zig:6    | Killed Wagau the pandemonium lord
530128 | Zig:6    | Killed Ceon the pandemonium lord
530130 | Zig:6    | Noticed Xaleck the pandemonium lord
530132 | Zig:6    | Killed Wih Hox the pandemonium lord
530133 | Zig:6    | Killed Netous the pandemonium lord
530133 | Zig:6    | Killed Seutt the pandemonium lord
530133 | Zig:6    | Killed Doipruh the pandemonium lord
530133 | Zig:6    | Killed Qiqoolur the pandemonium lord
530136 | Zig:6    | Killed Veiboets the pandemonium lord
530136 | Zig:6    | Killed Tyleh the pandemonium lord
530136 | Zig:6    | Killed Nossam the pandemonium lord
530138 | Zig:6    | Noticed Feome the pandemonium lord
530138 | Zig:6    | Killed Feome the pandemonium lord
530138 | Zig:6    | Killed Foesoatt the pandemonium lord
530139 | Zig:6    | Noticed Xyryih the pandemonium lord
530139 | Zig:6    | Killed Komiwkah the pandemonium lord
530139 | Zig:6    | Killed Segep the pandemonium lord
530139 | Zig:6    | Killed Naicleik the pandemonium lord
530142 | Zig:6    | Killed Zuckistu the pandemonium lord
530142 | Zig:6    | Killed Soockamo the pandemonium lord
530142 | Zig:6    | Killed Xaleck the pandemonium lord
530142 | Zig:6    | Killed Raaxzuen the pandemonium lord
530144 | Zig:6    | Noticed Ekesto Wasunk the pandemonium lord
530144 | Zig:6    | Noticed Atuenn the pandemonium lord
530144 | Zig:6    | Killed Qoana the pandemonium lord
530144 | Zig:6    | Killed Atuenn the pandemonium lord
530146 | Zig:6    | Noticed Guwax the pandemonium lord
530146 | Zig:6    | Killed Xyryih the pandemonium lord
530147 | Zig:6    | Noticed Peom the pandemonium lord
530148 | Zig:6    | Killed Peom the pandemonium lord
530150 | Zig:6    | Noticed Ycaeril the pandemonium lord
530150 | Zig:6    | Killed Ekesto Wasunk the pandemonium lord
530151 | Zig:6    | Noticed Esolest the pandemonium lord
530151 | Zig:6    | Killed Esolest the pandemonium lord
530151 | Zig:6    | Killed Guwax the pandemonium lord
530152 | Zig:6    | Noticed Tokluklugh the pandemonium lord
530153 | Zig:6    | Killed Ycaeril the pandemonium lord
530154 | Zig:6    | Noticed Vuer the pandemonium lord
530155 | Zig:6    | Killed Vuer the pandemonium lord
530158 | Zig:6    | Killed Tokluklugh the pandemonium lord
530196 | Zig:6    | Got a steaming bone ring
530198 | Zig:6    | Identified the ring "Xofois" {MP+9 Dex+2 SInv} (You found it on level 6 of a ziggurat)
530233 | Zig:7    | Entered Level 7 of a ziggurat
530266 | Zig:7    | Got an ancient brass ring
530268 | Zig:7    | Identified the ring "Nextulul" {MR+ AC+3 Dex+4} (You found it on level 7 of a ziggurat)
530343 | Zig:8    | Entered Level 8 of a ziggurat
530372 | Zig:8    | Identified the +0 helmet of Hukhimil {rElec Str+4} (You found it on level 8 of a ziggurat)
530376 | Zig:8    | Got a fine lead amulet
530377 | Zig:8    | Identified the amulet "Zinwof" {Fragile rElec Regen+ Str+3} (You found it on level 8 of a ziggurat)
530386 | Zig:8    | Got a scintillating steel ring
530388 | Zig:8    | Identified the ring "Iweg" {*Tele rElec rN+ Int+4} (You found it on level 8 of a ziggurat)
530442 | Zig:9    | Entered Level 9 of a ziggurat
530443 | Zig:9    | Paralysed by accursed screaming for 2 turns
530507 | Zig:9    | Got a shimmering jade ring
530509 | Zig:9    | Identified the ring "Ydedi" {rPois rF+ MR- AC+3 SInv} (You found it on level 9 of a ziggurat)
530569 | Zig:9    | Identified the cursed +2 demon blade of World Downfall {pain, +Blink SInv} (You found it on level 9 of a ziggurat)
530594 | Zig:10   | Entered Level 10 of a ziggurat
530594 | Zig:10   | Noticed an ancient lich
530594 | Zig:10   | Noticed an ancient lich
530594 | Zig:10   | Noticed an ancient lich
530594 | Zig:10   | Noticed an ancient lich
530594 | Zig:10   | Noticed an ancient lich
530594 | Zig:10   | Noticed an ancient lich
530594 | Zig:10   | Noticed an ancient lich
530594 | Zig:10   | Noticed an ancient lich
530594 | Zig:10   | Noticed an ancient lich
530594 | Zig:10   | Noticed an ancient lich
530594 | Zig:10   | Noticed an ancient lich
530594 | Zig:10   | Noticed an ancient lich
530594 | Zig:10   | Noticed an ancient lich
530594 | Zig:10   | Noticed an ancient lich
530594 | Zig:10   | Noticed an ancient lich
530594 | Zig:10   | Noticed an ancient lich
530595 | Zig:10   | Killed an ancient lich
530595 | Zig:10   | Killed an ancient lich
530595 | Zig:10   | Killed an ancient lich
530595 | Zig:10   | Killed an ancient lich
530595 | Zig:10   | Killed an ancient lich
530595 | Zig:10   | Killed an ancient lich
530595 | Zig:10   | Killed an ancient lich
530596 | Zig:10   | Noticed an ancient lich
530596 | Zig:10   | Killed an ancient lich
530596 | Zig:10   | Killed an ancient lich
530596 | Zig:10   | Killed an ancient lich
530596 | Zig:10   | Killed an ancient lich
530596 | Zig:10   | Killed an ancient lich
530596 | Zig:10   | Killed an ancient lich
530596 | Zig:10   | Killed an ancient lich
530596 | Zig:10   | Killed an ancient lich
530596 | Zig:10   | Killed an ancient lich
530597 | Zig:10   | Noticed an ancient lich
530598 | Zig:10   | Noticed an ancient lich
530598 | Zig:10   | Noticed an ancient lich
530599 | Zig:10   | Noticed an ancient lich
530600 | Zig:10   | Noticed an ancient lich
530600 | Zig:10   | Noticed an ancient lich
530602 | Zig:10   | Killed an ancient lich
530602 | Zig:10   | Killed an ancient lich
530603 | Zig:10   | Noticed an ancient lich
530603 | Zig:10   | Noticed an ancient lich
530603 | Zig:10   | Noticed an ancient lich
530603 | Zig:10   | Noticed an ancient lich
530603 | Zig:10   | Noticed an ancient lich
530603 | Zig:10   | Killed an ancient lich
530603 | Zig:10   | Killed an ancient lich
530604 | Zig:10   | Noticed an ancient lich
530604 | Zig:10   | Noticed an ancient lich
530604 | Zig:10   | Killed an ancient lich
530604 | Zig:10   | Killed an ancient lich
530604 | Zig:10   | Killed an ancient lich
530605 | Zig:10   | Noticed an ancient lich
530605 | Zig:10   | Noticed an ancient lich
530605 | Zig:10   | Noticed an ancient lich
530605 | Zig:10   | Noticed an ancient lich
530606 | Zig:10   | Noticed an ancient lich
530607 | Zig:10   | Noticed an ancient lich
530607 | Zig:10   | Noticed an ancient lich
530607 | Zig:10   | Noticed an ancient lich
530608 | Zig:10   | Killed an ancient lich
530608 | Zig:10   | Killed an ancient lich
530608 | Zig:10   | Killed an ancient lich
530608 | Zig:10   | Killed an ancient lich
530608 | Zig:10   | Killed an ancient lich
530608 | Zig:10   | Killed an ancient lich
530608 | Zig:10   | Killed an ancient lich
530608 | Zig:10   | Killed an ancient lich
530608 | Zig:10   | Killed an ancient lich
530608 | Zig:10   | Killed an ancient lich
530611 | Zig:10   | Noticed an ancient lich
530611 | Zig:10   | Killed an ancient lich
530611 | Zig:10   | Killed an ancient lich
530611 | Zig:10   | Killed an ancient lich
530612 | Zig:10   | Killed an ancient lich
530614 | Zig:10   | Killed an ancient lich
530615 | Zig:10   | Killed an ancient lich
530698 | Zig:11   | Entered Level 11 of a ziggurat
530698 | Zig:11   | Noticed Meuwn the pandemonium lord
530698 | Zig:11   | Noticed Dyarijodgh the pandemonium lord
530698 | Zig:11   | Noticed Isocsab the pandemonium lord
530698 | Zig:11   | Noticed Pontel the pandemonium lord
530698 | Zig:11   | Noticed Xystrygee the pandemonium lord
530698 | Zig:11   | Noticed Oduefo the pandemonium lord
530698 | Zig:11   | Noticed Zuiss the pandemonium lord
530698 | Zig:11   | Noticed Inuew the pandemonium lord
530698 | Zig:11   | Noticed Yvveniq the pandemonium lord
530698 | Zig:11   | Noticed Vike the pandemonium lord
530698 | Zig:11   | Noticed Jegolem the pandemonium lord
530698 | Zig:11   | Noticed Hewkuwk the pandemonium lord
530698 | Zig:11   | Noticed Qadubboa the pandemonium lord
530698 | Zig:11   | Noticed Viupt the pandemonium lord
530698 | Zig:11   | Noticed Rusanan the pandemonium lord
530698 | Zig:11   | Noticed Ongel the pandemonium lord
530698 | Zig:11   | Noticed Tukimn the pandemonium lord
530698 | Zig:11   | Noticed Tirarhue the pandemonium lord
530698 | Zig:11   | Noticed Daures the pandemonium lord
530698 | Zig:11   | Noticed Kone Kep the pandemonium lord
530698 | Zig:11   | Noticed Xieg the pandemonium lord
530698 | Zig:11   | Noticed Rahucvaq the pandemonium lord
530698 | Zig:11   | Noticed Uhibrily the pandemonium lord
530698 | Zig:11   | Noticed Qepromukh the pandemonium lord
530698 | Zig:11   | Noticed Orausohe the pandemonium lord
530698 | Zig:11   | Noticed Qianyr the pandemonium lord
530698 | Zig:11   | Noticed Osie the pandemonium lord
530701 | Zig:11   | Noticed Qowaot the pandemonium lord
530702 | Zig:11   | Noticed Tivummi the pandemonium lord
530703 | Zig:11   | Noticed Datug the pandemonium lord
530704 | Zig:11   | Noticed Satekka the pandemonium lord
530704 | Zig:11   | Killed Zuiss the pandemonium lord
530705 | Zig:11   | Noticed Ladgh the pandemonium lord
530705 | Zig:11   | Noticed Ysozonol the pandemonium lord
530706 | Zig:11   | Killed Ongel the pandemonium lord
530706 | Zig:11   | Killed Osie the pandemonium lord
530706 | Zig:11   | Killed Tirarhue the pandemonium lord
530707 | Zig:11   | Noticed Nusinar the pandemonium lord
530708 | Zig:11   | Noticed Taiveyha the pandemonium lord
530709 | Zig:11   | Noticed Tafege the pandemonium lord
530709 | Zig:11   | Killed Rusanan the pandemonium lord
530710 | Zig:11   | Killed Dyarijodgh the pandemonium lord
530711 | Zig:11   | Noticed Cymacwig the pandemonium lord
530712 | Zig:11   | Noticed Qeugis the pandemonium lord
530712 | Zig:11   | Killed Jegolem the pandemonium lord
530714 | Zig:11   | Noticed Siof the pandemonium lord
530714 | Zig:11   | Noticed Iskyu the pandemonium lord
530715 | Zig:11   | Killed Viupt the pandemonium lord
530715 | Zig:11   | Killed Oduefo the pandemonium lord
530715 | Zig:11   | Killed Kone Kep the pandemonium lord
530715 | Zig:11   | Killed Orausohe the pandemonium lord
530716 | Zig:11   | Noticed Gicwicih the pandemonium lord
530716 | Zig:11   | Noticed Gutoemus the pandemonium lord
530716 | Zig:11   | Killed Uhibrily the pandemonium lord
530716 | Zig:11   | Killed Hewkuwk the pandemonium lord
530716 | Zig:11   | Killed Xieg the pandemonium lord
530716 | Zig:11   | Killed Isocsab the pandemonium lord
530716 | Zig:11   | Killed Qepromukh the pandemonium lord
530716 | Zig:11   | Killed Vike the pandemonium lord
530716 | Zig:11   | Killed Xystrygee the pandemonium lord
530716 | Zig:11   | Killed Qianyr the pandemonium lord
530717 | Zig:11   | Noticed Pairuifo the pandemonium lord
530717 | Zig:11   | Noticed Hayg the pandemonium lord
530717 | Zig:11   | Noticed Miwul the pandemonium lord
530717 | Zig:11   | Killed Iskyu the pandemonium lord
530717 | Zig:11   | Killed Qadubboa the pandemonium lord
530717 | Zig:11   | Killed Tafege the pandemonium lord
530717 | Zig:11   | Killed Cymacwig the pandemonium lord
530717 | Zig:11   | Killed Tivummi the pandemonium lord
530717 | Zig:11   | Killed Daures the pandemonium lord
530717 | Zig:11   | Killed Nusinar the pandemonium lord
530717 | Zig:11   | Killed Satekka the pandemonium lord
530718 | Zig:11   | Noticed Ydghar the pandemonium lord
530718 | Zig:11   | Noticed Ynaludd the pandemonium lord
530718 | Zig:11   | Killed Ysozonol the pandemonium lord
530718 | Zig:11   | Killed Taiveyha the pandemonium lord
530718 | Zig:11   | Killed Rahucvaq the pandemonium lord
530719 | Zig:11   | Noticed Ejuba the pandemonium lord
530719 | Zig:11   | Noticed Yvypt the pandemonium lord
530720 | Zig:11   | Noticed Momiddut the pandemonium lord
530720 | Zig:11   | Noticed Igitwux the pandemonium lord
530720 | Zig:11   | Noticed Niulli the pandemonium lord
530722 | Zig:11   | Killed Tukimn the pandemonium lord
530723 | Zig:11   | Noticed Uxom the pandemonium lord
530727 | Zig:11   | Noticed Tyjenyna the pandemonium lord
530730 | Zig:11   | Killed Pairuifo the pandemonium lord
530732 | Zig:11   | Killed Momiddut the pandemonium lord
530733 | Zig:11   | Killed Qeugis the pandemonium lord
530734 | Zig:11   | Noticed Sourghocs the pandemonium lord
530734 | Zig:11   | Noticed Ludikoar the pandemonium lord
530734 | Zig:11   | Killed Qowaot the pandemonium lord
530735 | Zig:11   | Noticed Vissusav the pandemonium lord
530735 | Zig:11   | Killed Yvveniq the pandemonium lord
530735 | Zig:11   | Killed Ynaludd the pandemonium lord
530735 | Zig:11   | Killed Gutoemus the pandemonium lord
530735 | Zig:11   | Killed Pontel the pandemonium lord
530735 | Zig:11   | Killed Uxom the pandemonium lord
530735 | Zig:11   | Killed Gicwicih the pandemonium lord
530735 | Zig:11   | Killed Niulli the pandemonium lord
530735 | Zig:11   | Killed Ladgh the pandemonium lord
530736 | Zig:11   | Noticed Geffal the pandemonium lord
530736 | Zig:11   | Killed Siof the pandemonium lord
530737 | Zig:11   | Noticed Zumeebo the pandemonium lord
530737 | Zig:11   | Noticed Pumupt the pandemonium lord
530738 | Zig:11   | Noticed Nourgh the pandemonium lord
530738 | Zig:11   | Noticed Maproar the pandemonium lord
530738 | Zig:11   | Noticed Wyeprof the pandemonium lord
530738 | Zig:11   | Killed Ludikoar the pandemonium lord
530738 | Zig:11   | Killed Igitwux the pandemonium lord
530739 | Zig:11   | Noticed Fiadao the pandemonium lord
530739 | Zig:11   | Noticed Namecuebaps the pandemonium lord
530740 | Zig:11   | Noticed Ivexy the pandemonium lord
530740 | Zig:11   | Noticed Noinil the pandemonium lord
530741 | Zig:11   | Noticed Imedun the pandemonium lord
530741 | Zig:11   | Noticed Tytroel the pandemonium lord
530741 | Zig:11   | Noticed Roalupal the pandemonium lord
530741 | Zig:11   | Noticed Zaunyqu the pandemonium lord
530741 | Zig:11   | Killed Zumeebo the pandemonium lord
530741 | Zig:11   | Killed Namecuebaps the pandemonium lord
530741 | Zig:11   | Killed Yvypt the pandemonium lord
530742 | Zig:11   | Noticed Wehieps the pandemonium lord
530742 | Zig:11   | Killed Tyjenyna the pandemonium lord
530742 | Zig:11   | Killed Xyorac Hedu the pandemonium lord
530742 | Zig:11   | Killed Miwul the pandemonium lord
530742 | Zig:11   | Killed Busol the pandemonium lord
530743 | Zig:11   | Noticed Raonaoja the pandemonium lord
530743 | Zig:11   | Noticed Xajun the pandemonium lord
530744 | Zig:11   | Killed Ivexy the pandemonium lord
530744 | Zig:11   | Killed Ejuba the pandemonium lord
530744 | Zig:11   | Killed Nourgh the pandemonium lord
530744 | Zig:11   | Killed Roalupal the pandemonium lord
530744 | Zig:11   | Killed Maproar the pandemonium lord
530745 | Zig:11   | Noticed Ytosefy the pandemonium lord
530746 | Zig:11   | Noticed Tuhuujycosk the pandemonium lord
530746 | Zig:11   | Killed Wehieps the pandemonium lord
530746 | Zig:11   | Killed Raonaoja the pandemonium lord
530746 | Zig:11   | Killed Tuhuujycosk the pandemonium lord
530746 | Zig:11   | Killed Ydghar the pandemonium lord
530747 | Zig:11   | Noticed Fubi the pandemonium lord
530747 | Zig:11   | Noticed Zoenuag the pandemonium lord
530748 | Zig:11   | Noticed Tizaq the pandemonium lord
530749 | Zig:11   | Noticed Awargh the pandemonium lord
530750 | Zig:11   | Noticed Anuosch the pandemonium lord
530750 | Zig:11   | Noticed Ojeud the pandemonium lord
530750 | Zig:11   | Noticed Giajump the pandemonium lord
530750 | Zig:11   | Killed Noinil the pandemonium lord
530751 | Zig:11   | Noticed Ukucotagi the pandemonium lord
530751 | Zig:11   | Noticed Meewko the pandemonium lord
530751 | Zig:11   | Killed Datug the pandemonium lord
530752 | Zig:11   | Noticed Kiqodui the pandemonium lord
530752 | Zig:11   | Killed Ukucotagi the pandemonium lord
530752 | Zig:11   | Killed Vissusav the pandemonium lord
530752 | Zig:11   | Killed Fiadao the pandemonium lord
530752 | Zig:11   | Killed Pumupt the pandemonium lord
530752 | Zig:11   | Killed Giajump the pandemonium lord
530752 | Zig:11   | Killed Zaunyqu the pandemonium lord
530753 | Zig:11   | Noticed Cotzuots the pandemonium lord
530753 | Zig:11   | Killed Imedun the pandemonium lord
530753 | Zig:11   | Killed Wyeprof the pandemonium lord
530753 | Zig:11   | Killed Xajun the pandemonium lord
530753 | Zig:11   | Killed Anuosch the pandemonium lord
530753 | Zig:11   | Killed Ytosefy the pandemonium lord
530754 | Zig:11   | Noticed Seataewu the pandemonium lord
530754 | Zig:11   | Noticed Noga the pandemonium lord
530754 | Zig:11   | Noticed Boolel the pandemonium lord
530755 | Zig:11   | Noticed Voame the pandemonium lord
530755 | Zig:11   | Noticed Yciraas the pandemonium lord
530756 | Zig:11   | Noticed Kehomuc the pandemonium lord
530756 | Zig:11   | Killed Tizaq the pandemonium lord
530756 | Zig:11   | Killed Sourghocs the pandemonium lord
530759 | Zig:11   | Killed Geffal the pandemonium lord
530759 | Zig:11   | Killed Zoenuag the pandemonium lord
530760 | Zig:11   | Noticed Uvyal the pandemonium lord
530761 | Zig:11   | Killed Kiqodui the pandemonium lord
530762 | Zig:11   | Noticed Ysucith the pandemonium lord
530762 | Zig:11   | Killed Boolel the pandemonium lord
530762 | Zig:11   | Killed Hayg the pandemonium lord
530762 | Zig:11   | Killed Tytroel the pandemonium lord
530763 | Zig:11   | Noticed Hetuliji the pandemonium lord
530763 | Zig:11   | Killed Ojeud the pandemonium lord
530764 | Zig:11   | Noticed Kicvaexy the pandemonium lord
530764 | Zig:11   | Noticed Hop Gef the pandemonium lord
530764 | Zig:11   | Killed Hetuliji the pandemonium lord
530764 | Zig:11   | Killed Awargh the pandemonium lord
530765 | Zig:11   | Noticed Oggan the pandemonium lord
530765 | Zig:11   | Noticed Himneh the pandemonium lord
530766 | Zig:11   | Noticed Sihunwod the pandemonium lord
530767 | Zig:11   | Killed Meewko the pandemonium lord
530767 | Zig:11   | Killed Noga the pandemonium lord
530767 | Zig:11   | Killed Sonesat the pandemonium lord
530767 | Zig:11   | Killed Inuew the pandemonium lord
530768 | Zig:11   | Noticed Seothre the pandemonium lord
530770 | Zig:11   | Noticed Toozam the pandemonium lord
530770 | Zig:11   | Noticed Caennaw the pandemonium lord
530770 | Zig:11   | Noticed Odiliwuim the pandemonium lord
530771 | Zig:11   | Killed Kicvaexy the pandemonium lord
530771 | Zig:11   | Killed Seothre the pandemonium lord
530771 | Zig:11   | Killed Meuwn the pandemonium lord
530771 | Zig:11   | Killed Oggan the pandemonium lord
530771 | Zig:11   | Killed Behujeja the pandemonium lord
530771 | Zig:11   | Killed Uvyal the pandemonium lord
530771 | Zig:11   | Killed Caennaw the pandemonium lord
530772 | Zig:11   | Noticed Vaamas the pandemonium lord
530772 | Zig:11   | Noticed Memp the pandemonium lord
530773 | Zig:11   | Noticed Xuqakh the pandemonium lord
530773 | Zig:11   | Killed Himneh the pandemonium lord
530773 | Zig:11   | Killed Fubi the pandemonium lord
530773 | Zig:11   | Killed Kehomuc the pandemonium lord
530773 | Zig:11   | Killed Sihunwod the pandemonium lord
530773 | Zig:11   | Killed Odiliwuim the pandemonium lord
530775 | Zig:11   | Killed Memp the pandemonium lord
530776 | Zig:11   | Killed Yciraas the pandemonium lord
530776 | Zig:11   | Killed Seataewu the pandemonium lord
530776 | Zig:11   | Killed Toozam the pandemonium lord
530779 | Zig:11   | Noticed Dobuu the pandemonium lord
530780 | Zig:11   | Killed Voame the pandemonium lord
530781 | Zig:11   | Noticed Wibudiawei the pandemonium lord
530781 | Zig:11   | Noticed Ceinym Jane the pandemonium lord
530781 | Zig:11   | Killed Ysucith the pandemonium lord
530782 | Zig:11   | Killed Vaamas the pandemonium lord
530782 | Zig:11   | Killed Cotzuots the pandemonium lord
530783 | Zig:11   | Killed Hop Gef the pandemonium lord
530783 | Zig:11   | Killed Dobuu the pandemonium lord
530783 | Zig:11   | Killed Wibudiawei the pandemonium lord
530783 | Zig:11   | Killed Ceinym Jane the pandemonium lord
530784 | Zig:11   | Killed Lexeusux the pandemonium lord
530785 | Zig:11   | Killed Xuqakh the pandemonium lord
530833 | Zig:11   | Got a scintillating lapis lazuli ring
530835 | Zig:11   | Identified the ring of Fiunly {rPois rN+ Str+4 Slay+3} (You found it on level 11 of a ziggurat)
530860 | Zig:11   | Got a glittering iron ring
530861 | Zig:11   | Identified the cursed ring of Imaca {rN++ AC-2 Str+8 Int-5 Dex+4} (You found it on level 11 of a ziggurat)
530866 | Zig:11   | Got a clouded silver ring
530867 | Zig:11   | Identified the ring "Rusiojex" {MP+9 Int+2} (You found it on level 11 of a ziggurat)
530904 | Zig:12   | Entered Level 12 of a ziggurat
530957 | Zig:12   | Got a slimy lead ring
530959 | Zig:12   | Identified the ring "Poetup Luxu" {Wiz rElec rPois rF+ Dex-5} (You found it on level 12 of a ziggurat)
530966 | Zig:12   | Got a flickering platinum ring
530967 | Zig:12   | Identified the ring "Ylenec" {rCorr +Inv rPois Str-3 Int+4} (You found it on level 12 of a ziggurat)
531015 | Zig:12   | Identified the cursed +0 hat "Qetry" {*Drain MR+ rCorr} (You found it on level 12 of a ziggurat)
531059 | Zig:13   | Entered Level 13 of a ziggurat
531085 | Zig:13   | Noticed Nafuel the pandemonium lord
531095 | Zig:13   | Killed Nafuel the pandemonium lord
531166 | Zig:13   | Got a clouded golden ring
531168 | Zig:13   | Identified the ring "Okkarph" {*Contam rN+++ Str+5 Dex+4} (You found it on level 13 of a ziggurat)
531413 | Zig:14   | Entered Level 14 of a ziggurat
531469 | Zig:14   | Got a crude iron amulet
531471 | Zig:14   | Identified the amulet "Bauclou" {Regen+ Int+3} (You found it on level 14 of a ziggurat)
531535 | Zig:15   | Entered Level 15 of a ziggurat
531535 | Zig:15   | Noticed an ancient lich
531535 | Zig:15   | Noticed an ancient lich
531536 | Zig:15   | Killed an ancient lich
531536 | Zig:15   | Killed an ancient lich
531537 | Zig:15   | Noticed an ancient lich
531539 | Zig:15   | Killed an ancient lich
531540 | Zig:15   | Noticed an ancient lich
531540 | Zig:15   | Noticed an ancient lich
531541 | Zig:15   | Noticed an ancient lich
531541 | Zig:15   | Noticed an ancient lich
531542 | Zig:15   | Killed an ancient lich
531542 | Zig:15   | Killed an ancient lich
531543 | Zig:15   | Noticed an ancient lich
531543 | Zig:15   | Noticed an ancient lich
531544 | Zig:15   | Killed an ancient lich
531544 | Zig:15   | Killed an ancient lich
531547 | Zig:15   | Noticed an ancient lich
531548 | Zig:15   | Noticed an ancient lich
531551 | Zig:15   | Killed an ancient lich
531551 | Zig:15   | Killed an ancient lich
531551 | Zig:15   | Killed an ancient lich
531552 | Zig:15   | Killed an ancient lich
531553 | Zig:15   | Noticed an ancient lich
531553 | Zig:15   | Noticed an ancient lich
531553 | Zig:15   | Noticed an ancient lich
531554 | Zig:15   | Noticed an ancient lich
531554 | Zig:15   | Noticed an ancient lich
531555 | Zig:15   | Killed an ancient lich
531555 | Zig:15   | Killed an ancient lich
531556 | Zig:15   | Noticed an ancient lich
531556 | Zig:15   | Noticed an ancient lich
531556 | Zig:15   | Killed an ancient lich
531556 | Zig:15   | Killed an ancient lich
531558 | Zig:15   | Killed an ancient lich
531558 | Zig:15   | Killed an ancient lich
531559 | Zig:15   | Killed an ancient lich
531586 | Zig:15   | Got a slimy jade amulet
531587 | Zig:15   | Identified the amulet of Avay {Regen+ Stlth+} (You found it on level 15 of a ziggurat)
531698 | Zig:15   | Identified the +11 double sword of Defiance {drain, Str+2 Int+2} (You found it on level 15 of a ziggurat)
531733 | Zig:16   | Entered Level 16 of a ziggurat
531733 | Zig:16   | Noticed an ancient lich
531733 | Zig:16   | Noticed an ancient lich
531733 | Zig:16   | Noticed an ancient lich
531733 | Zig:16   | Noticed an ancient lich
531733 | Zig:16   | Noticed an ancient lich
531733 | Zig:16   | Noticed an ancient lich
531733 | Zig:16   | Noticed an ancient lich
531733 | Zig:16   | Noticed an ancient lich
531733 | Zig:16   | Noticed an ancient lich
531733 | Zig:16   | Noticed an ancient lich
531733 | Zig:16   | Noticed an ancient lich
531733 | Zig:16   | Noticed an ancient lich
531733 | Zig:16   | Noticed an ancient lich
531733 | Zig:16   | Noticed an ancient lich
531734 | Zig:16   | Killed an ancient lich
531734 | Zig:16   | Killed an ancient lich
531734 | Zig:16   | Killed an ancient lich
531734 | Zig:16   | Killed an ancient lich
531734 | Zig:16   | Killed an ancient lich
531735 | Zig:16   | Noticed an ancient lich
531735 | Zig:16   | Noticed an ancient lich
531735 | Zig:16   | Noticed an ancient lich
531735 | Zig:16   | Killed an ancient lich
531735 | Zig:16   | Killed an ancient lich
531735 | Zig:16   | Killed an ancient lich
531735 | Zig:16   | Killed an ancient lich
531735 | Zig:16   | Killed an ancient lich
531735 | Zig:16   | Killed an ancient lich
531735 | Zig:16   | Killed an ancient lich
531735 | Zig:16   | Killed an ancient lich
531735 | Zig:16   | Killed an ancient lich
531735 | Zig:16   | Killed an ancient lich
531736 | Zig:16   | Noticed an ancient lich
531736 | Zig:16   | Noticed an ancient lich
531737 | Zig:16   | Noticed an ancient lich
531737 | Zig:16   | Noticed an ancient lich
531737 | Zig:16   | Noticed an ancient lich
531737 | Zig:16   | Killed an ancient lich
531738 | Zig:16   | Noticed an ancient lich
531739 | Zig:16   | Noticed an ancient lich
531739 | Zig:16   | Noticed an ancient lich
531740 | Zig:16   | Noticed an ancient lich
531740 | Zig:16   | Noticed an ancient lich
531741 | Zig:16   | Noticed an ancient lich
531741 | Zig:16   | Noticed an ancient lich
531741 | Zig:16   | Noticed an ancient lich
531741 | Zig:16   | Noticed an ancient lich
531741 | Zig:16   | Killed an ancient lich
531741 | Zig:16   | Killed an ancient lich
531742 | Zig:16   | Noticed an ancient lich
531742 | Zig:16   | Noticed an ancient lich
531742 | Zig:16   | Noticed an ancient lich
531742 | Zig:16   | Noticed an ancient lich
531742 | Zig:16   | Noticed an ancient lich
531742 | Zig:16   | Noticed an ancient lich
531742 | Zig:16   | Noticed an ancient lich
531743 | Zig:16   | Noticed an ancient lich
531743 | Zig:16   | Noticed an ancient lich
531743 | Zig:16   | Killed an ancient lich
531743 | Zig:16   | Killed an ancient lich
531743 | Zig:16   | Killed an ancient lich
531743 | Zig:16   | Killed an ancient lich
531743 | Zig:16   | Killed an ancient lich
531743 | Zig:16   | Killed an ancient lich
531743 | Zig:16   | Killed an ancient lich
531743 | Zig:16   | Killed an ancient lich
531743 | Zig:16   | Killed an ancient lich
531743 | Zig:16   | Killed an ancient lich
531743 | Zig:16   | Killed an ancient lich
531743 | Zig:16   | Killed an ancient lich
531743 | Zig:16   | Killed an ancient lich
531743 | Zig:16   | Killed an ancient lich
531744 | Zig:16   | Noticed an ancient lich
531744 | Zig:16   | Noticed an ancient lich
531744 | Zig:16   | Noticed an ancient lich
531744 | Zig:16   | Noticed an ancient lich
531744 | Zig:16   | Noticed an ancient lich
531744 | Zig:16   | Noticed an ancient lich
531744 | Zig:16   | Noticed an ancient lich
531745 | Zig:16   | Noticed an ancient lich
531745 | Zig:16   | Killed an ancient lich
531745 | Zig:16   | Killed an ancient lich
531745 | Zig:16   | Killed an ancient lich
531745 | Zig:16   | Killed an ancient lich
531745 | Zig:16   | Killed an ancient lich
531745 | Zig:16   | Killed an ancient lich
531745 | Zig:16   | Killed an ancient lich
531745 | Zig:16   | Killed an ancient lich
531745 | Zig:16   | Killed an ancient lich
531745 | Zig:16   | Killed an ancient lich
531745 | Zig:16   | Killed an ancient lich
531746 | Zig:16   | Noticed an ancient lich
531746 | Zig:16   | Noticed an ancient lich
531748 | Zig:16   | Noticed an ancient lich
531748 | Zig:16   | Noticed an ancient lich
531748 | Zig:16   | Killed an ancient lich
531748 | Zig:16   | Killed an ancient lich
531748 | Zig:16   | Killed an ancient lich
531748 | Zig:16   | Killed an ancient lich
531749 | Zig:16   | Noticed an ancient lich
531749 | Zig:16   | Noticed an ancient lich
531749 | Zig:16   | Killed an ancient lich
531750 | Zig:16   | Noticed an ancient lich
531750 | Zig:16   | Noticed an ancient lich
531750 | Zig:16   | Killed an ancient lich
531750 | Zig:16   | Killed an ancient lich
531751 | Zig:16   | Noticed an ancient lich
531751 | Zig:16   | Noticed an ancient lich
531751 | Zig:16   | Noticed an ancient lich
531751 | Zig:16   | Noticed an ancient lich
531751 | Zig:16   | Noticed an ancient lich
531751 | Zig:16   | Killed an ancient lich
531751 | Zig:16   | Killed an ancient lich
531751 | Zig:16   | Killed an ancient lich
531751 | Zig:16   | Killed an ancient lich
531752 | Zig:16   | Noticed an ancient lich
531752 | Zig:16   | Noticed an ancient lich
531752 | Zig:16   | Noticed an ancient lich
531752 | Zig:16   | Noticed an ancient lich
531752 | Zig:16   | Noticed an ancient lich
531753 | Zig:16   | Noticed an ancient lich
531753 | Zig:16   | Noticed an ancient lich
531753 | Zig:16   | Noticed an ancient lich
531756 | Zig:16   | Killed an ancient lich
531756 | Zig:16   | Killed an ancient lich
531756 | Zig:16   | Killed an ancient lich
531756 | Zig:16   | Killed an ancient lich
531756 | Zig:16   | Killed an ancient lich
531756 | Zig:16   | Killed an ancient lich
531756 | Zig:16   | Killed an ancient lich
531756 | Zig:16   | Killed an ancient lich
531757 | Zig:16   | Killed an ancient lich
531757 | Zig:16   | Killed an ancient lich
531757 | Zig:16   | Killed an ancient lich
531757 | Zig:16   | Killed an ancient lich
531757 | Zig:16   | Killed an ancient lich
531757 | Zig:16   | Killed an ancient lich
531759 | Zig:16   | Killed an ancient lich
531773 | Zig:16   | Got a slimy marble ring
531776 | Zig:16   | Identified the ring of Fiewuc {rC++ Str+4 Int+4 Dex+3} (You found it on level 16 of a ziggurat)
531830 | Zig:16   | Got a clouded steel ring
531832 | Zig:16   | Identified the ring of Yendor {rCorr Str+7 Dex-3 SInv Stlth+} (You found it on level 16 of a ziggurat)
531841 | Zig:16   | Got a wavering tin ring
531842 | Zig:16   | Identified the ring "Lohacet" {Fire rElec} (You found it on level 16 of a ziggurat)
531888 | Zig:17   | Entered Level 17 of a ziggurat
532047 | Zig:17   | Identified the +0 pair of gloves "Reorphum" {rN+} (You found it on level 17 of a ziggurat)
532051 | Zig:17   | Got a vibrating glass ring
532053 | Zig:17   | Identified the ring of Vaijow {MR+ Slay+1} (You found it on level 17 of a ziggurat)
532079 | Zig:17   | Got a coiled ivory ring
532080 | Zig:17   | Identified the ring of Diam {*Tele rF+} (You found it on level 17 of a ziggurat)
532100 | Zig:17   | Got a faintly glowing marble ring
532101 | Zig:17   | Identified the ring "Qedghor" {rF+ Int+7 Slay+2 SInv} (You found it on level 17 of a ziggurat)
532209 | Zig:18   | Entered Level 18 of a ziggurat
532209 | Zig:18   | Noticed a juggernaut
532209 | Zig:18   | Noticed a juggernaut
532209 | Zig:18   | Noticed a juggernaut
532209 | Zig:18   | Noticed a juggernaut
532209 | Zig:18   | Noticed a juggernaut
532209 | Zig:18   | Noticed a juggernaut
532209 | Zig:18   | Noticed a juggernaut
532209 | Zig:18   | Noticed a juggernaut
532209 | Zig:18   | Noticed a juggernaut
532211 | Zig:18   | Noticed a juggernaut
532211 | Zig:18   | Killed a juggernaut
532211 | Zig:18   | Killed a juggernaut
532211 | Zig:18   | Killed a juggernaut
532211 | Zig:18   | Killed a juggernaut
532211 | Zig:18   | Killed a juggernaut
532211 | Zig:18   | Killed a juggernaut
532211 | Zig:18   | Killed a juggernaut
532212 | Zig:18   | Noticed a juggernaut
532212 | Zig:18   | Noticed a juggernaut
532213 | Zig:18   | Noticed a juggernaut
532213 | Zig:18   | Noticed a juggernaut
532213 | Zig:18   | Noticed a juggernaut
532214 | Zig:18   | Noticed a juggernaut
532214 | Zig:18   | Noticed a juggernaut
532214 | Zig:18   | Noticed a juggernaut
532214 | Zig:18   | Noticed a juggernaut
532214 | Zig:18   | Noticed a juggernaut
532215 | Zig:18   | Noticed a juggernaut
532215 | Zig:18   | Killed a juggernaut
532215 | Zig:18   | Killed a juggernaut
532215 | Zig:18   | Killed a juggernaut
532216 | Zig:18   | Noticed a juggernaut
532216 | Zig:18   | Noticed a juggernaut
532216 | Zig:18   | Noticed a juggernaut
532216 | Zig:18   | Killed a juggernaut
532216 | Zig:18   | Killed a juggernaut
532216 | Zig:18   | Killed a juggernaut
532216 | Zig:18   | Killed a juggernaut
532216 | Zig:18   | Killed a juggernaut
532216 | Zig:18   | Killed a juggernaut
532216 | Zig:18   | Killed a juggernaut
532216 | Zig:18   | Killed a juggernaut
532216 | Zig:18   | Killed a juggernaut
532217 | Zig:18   | Noticed a juggernaut
532217 | Zig:18   | Noticed a juggernaut
532218 | Zig:18   | Noticed a juggernaut
532218 | Zig:18   | Noticed a juggernaut
532218 | Zig:18   | Noticed a juggernaut
532219 | Zig:18   | Noticed a juggernaut
532219 | Zig:18   | Noticed a juggernaut
532220 | Zig:18   | Noticed a juggernaut
532220 | Zig:18   | Killed a juggernaut
532220 | Zig:18   | Killed a juggernaut
532220 | Zig:18   | Killed a juggernaut
532220 | Zig:18   | Killed a juggernaut
532220 | Zig:18   | Killed a juggernaut
532220 | Zig:18   | Killed a juggernaut
532221 | Zig:18   | Noticed a juggernaut
532222 | Zig:18   | Killed a juggernaut
532222 | Zig:18   | Killed a juggernaut
532222 | Zig:18   | Killed a juggernaut
532222 | Zig:18   | Killed a juggernaut
532223 | Zig:18   | Noticed a juggernaut
532223 | Zig:18   | Noticed a juggernaut
532224 | Zig:18   | Killed a juggernaut
532224 | Zig:18   | Killed a juggernaut
532224 | Zig:18   | Killed a juggernaut
532226 | Zig:18   | Noticed a juggernaut
532228 | Zig:18   | Killed a juggernaut
532228 | Zig:18   | Killed a juggernaut
532229 | Zig:18   | Killed a juggernaut
532229 | Zig:18   | Killed a juggernaut
532251 | Zig:18   | Got a crude bone ring
532254 | Zig:18   | Identified the ring "Kuluxt" {rPois MP+9 Str+6} (You found it on level 18 of a ziggurat)
532258 | Zig:18   | Got a flickering steel amulet
532259 | Zig:18   | Identified the amulet "Ibohurch" {RegenMP rF+ Int+3} (You found it on level 18 of a ziggurat)
532286 | Zig:18   | Got a sparkling marble ring
532287 | Zig:18   | Identified the ring "Plog" {rF+ rN+ MR+ Dex-5} (You found it on level 18 of a ziggurat)
532365 | Zig:18   | Identified the Handbook of Doomed Augmentations
532397 | Zig:18   | Identified the cursed -3 hat of the Bagpipe {rN+ Int+3 Dex-4} (You found it on level 18 of a ziggurat)
532426 | Zig:19   | Entered Level 19 of a ziggurat
532472 | Zig:19   | Noticed Fisodidu the pandemonium lord
532479 | Zig:19   | Killed Fisodidu the pandemonium lord
532524 | Zig:19   | Got a translucent wooden ring
532526 | Zig:19   | Identified the ring "Jibe" {rN++ MR+ MP+9 Str+4 Dex-2} (You found it on level 19 of a ziggurat)
532534 | Zig:19   | Got a shimmering bronze ring
532535 | Zig:19   | Identified the ring "Joluc" {+Fly EV+2 Int-3 Dex+4 SInv} (You found it on level 19 of a ziggurat)
532541 | Zig:19   | Got a faintly glowing ivory ring
532542 | Zig:19   | Identified the ring "Ciacw" {Wiz *Slow Str+2 Int+2} (You found it on level 19 of a ziggurat)
532547 | Zig:19   | Got a wavering granite ring
532548 | Zig:19   | Identified the ring "Riczax" {rPois rN+ Int-4 Dex+6} (You found it on level 19 of a ziggurat)
532558 | Zig:19   | Got a crude brass amulet
532559 | Zig:19   | Identified the amulet "Iboogoergh" {Gourm Int+6} (You found it on level 19 of a ziggurat)
532571 | Zig:19   | Identified Dogoezel's Collected Works on Feathers
532574 | Zig:19   | Got a faintly glowing marble ring
532575 | Zig:19   | Identified the ring "Bettuici" {Fire rPois} (You found it on level 19 of a ziggurat)
532591 | Zig:19   | Identified the Compendium of Mutagenic Aid
532675 | Zig:20   | Entered Level 20 of a ziggurat
532722 | Zig:20   | Got a serpentine brass ring
532724 | Zig:20   | Identified the cursed ring of the Voivode {rPois rF+++ rC- EV-3 Stlth-} (You found it on level 20 of a ziggurat)
532732 | Zig:20   | Got a glittering bronze ring
532736 | Zig:20   | Identified the ring of Gilujorgh {Wiz Str+4 Dex+2} (You found it on level 20 of a ziggurat)
532740 | Zig:20   | Identified Jeokh's Reference Book on Cold
532924 | Zig:20   | Identified Newaobukk's Spellcraft, Part One
532936 | Zig:21   | Entered Level 21 of a ziggurat
533002 | Zig:21   | Got a slimy silver ring
533004 | Zig:21   | Identified the ring of the Lumpy Nights {rCorr rElec} (You found it on level 21 of a ziggurat)
533024 | Zig:21   | Got a warped silver ring
533025 | Zig:21   | Identified the ring "Kighi" {rElec Dex+2} (You found it on level 21 of a ziggurat)
533032 | Zig:21   | Got a smoking jade ring
533033 | Zig:21   | Identified the cursed ring "Aris" {rElec rPois rC- Str+4 Int-6} (You found it on level 21 of a ziggurat)
533121 | Zig:21   | Gained mutation: You are very agile. (Dex +4) [evolution]
533121 | Zig:21   | Lost mutation: You evolve. [end of evolution]
533132 | Zig:22   | Entered Level 22 of a ziggurat
533244 | Zig:22   | Got an ancient gossamer ring
533246 | Zig:22   | Identified the ring of Ufikkyv {+Fly rElec MR- Str+2} (You found it on level 22 of a ziggurat)
533252 | Zig:22   | Got a faintly glowing silver ring
533253 | Zig:22   | Identified the ring of the Devil's Advocate {+Fly Int+7} (You found it on level 22 of a ziggurat)
533273 | Zig:22   | Got a crude silver ring
533274 | Zig:22   | Identified the ring of Olostar {rC+ Int+6 Dex-5 SInv} (You found it on level 22 of a ziggurat)
533286 | Zig:22   | Identified Uwadok's Catalogue of Dislocated Transformation
533292 | Zig:22   | Got a smoking iron ring
533293 | Zig:22   | Identified the ring "Tuusigoj" {+Inv rPois rN+ MP+9} (You found it on level 22 of a ziggurat)
533375 | Zig:23   | Entered Level 23 of a ziggurat
533411 | Zig:23   | Identified the +5 broad axe "Mehem" {chop, rF+} (You found it on level 23 of a ziggurat)
533434 | Zig:23   | Got a scintillating bronze ring
533436 | Zig:23   | Identified the ring "Luloh" {Wiz +Blink rN+ Int+2} (You found it on level 23 of a ziggurat)
533442 | Zig:23   | Got a clouded golden amulet
533443 | Zig:23   | Identified the amulet "Munner" {+Rage +Fly rF- Str+3 Dex+4} (You found it on level 23 of a ziggurat)
533507 | Zig:23   | Got a slimy glass ring
533508 | Zig:23   | Identified the ring "Upsau" {EV+3 Stlth+} (You found it on level 23 of a ziggurat)
533528 | Zig:23   | Got a pitted jade ring
533529 | Zig:23   | Identified the ring of Puczeg {AC+6 Str+4 Int+2 Dex+2} (You found it on level 23 of a ziggurat)
533550 | Zig:23   | Got a glittering wooden ring
533552 | Zig:23   | Identified the ring of Modesty {rCorr *Contam rN++} (You found it on level 23 of a ziggurat)
533607 | Zig:23   | Identified the +2 cloak of Morality {+Fly Dex+5} (You found it on level 23 of a ziggurat)
533610 | Zig:23   | Identified the Disquisition on the Fiery Compass
533615 | Zig:23   | Identified the +9 broad axe of Fee Simple {elec, Dex+4} (You found it on level 23 of a ziggurat)
533806 | Zig:24   | Entered Level 24 of a ziggurat
533861 | Zig:24   | Identified the Grimoire of the Volcanoes
534034 | Zig:24   | Identified the Tome of Hurtful Flames
534044 | Zig:24   | Got a wavering lapis lazuli ring
534046 | Zig:24   | Identified the ring of Omafys {MR+ Str+6} (You found it on level 24 of a ziggurat)
534105 | Zig:24   | Identified the +0 pair of gloves of the Greedy {Regen+} (You found it on level 24 of a ziggurat)
534122 | Zig:25   | Entered Level 25 of a ziggurat
534122 | Zig:25   | Noticed a juggernaut
534122 | Zig:25   | Noticed a juggernaut
534122 | Zig:25   | Noticed a juggernaut
534122 | Zig:25   | Noticed a juggernaut
534122 | Zig:25   | Noticed a juggernaut
534122 | Zig:25   | Noticed a juggernaut
534122 | Zig:25   | Noticed a juggernaut
534122 | Zig:25   | Noticed a juggernaut
534122 | Zig:25   | Noticed a juggernaut
534122 | Zig:25   | Noticed a juggernaut
534123 | Zig:25   | Killed a juggernaut
534124 | Zig:25   | Noticed a juggernaut
534124 | Zig:25   | Noticed a juggernaut
534124 | Zig:25   | Noticed a juggernaut
534124 | Zig:25   | Noticed a juggernaut
534124 | Zig:25   | Killed a juggernaut
534124 | Zig:25   | Killed a juggernaut
534125 | Zig:25   | Noticed a juggernaut
534125 | Zig:25   | Noticed a juggernaut
534125 | Zig:25   | Noticed a juggernaut
534125 | Zig:25   | Noticed a juggernaut
534125 | Zig:25   | Noticed a juggernaut
534126 | Zig:25   | Killed a juggernaut
534126 | Zig:25   | Killed a juggernaut
534126 | Zig:25   | Killed a juggernaut
534126 | Zig:25   | Killed a juggernaut
534126 | Zig:25   | Killed a juggernaut
534126 | Zig:25   | Killed a juggernaut
534126 | Zig:25   | Killed a juggernaut
534126 | Zig:25   | Killed a juggernaut
534126 | Zig:25   | Killed a juggernaut
534127 | Zig:25   | Noticed a juggernaut
534127 | Zig:25   | Noticed a juggernaut
534127 | Zig:25   | Noticed a juggernaut
534127 | Zig:25   | Noticed a juggernaut
534127 | Zig:25   | Noticed a juggernaut
534127 | Zig:25   | Noticed a juggernaut
534127 | Zig:25   | Noticed a juggernaut
534128 | Zig:25   | Noticed a juggernaut
534128 | Zig:25   | Killed a juggernaut
534128 | Zig:25   | Killed a juggernaut
534128 | Zig:25   | Killed a juggernaut
534128 | Zig:25   | Killed a juggernaut
534128 | Zig:25   | Killed a juggernaut
534129 | Zig:25   | Noticed a juggernaut
534129 | Zig:25   | Noticed a juggernaut
534129 | Zig:25   | Noticed a juggernaut
534129 | Zig:25   | Noticed a juggernaut
534129 | Zig:25   | Killed a juggernaut
534129 | Zig:25   | Killed a juggernaut
534129 | Zig:25   | Killed a juggernaut
534129 | Zig:25   | Killed a juggernaut
534129 | Zig:25   | Killed a juggernaut
534129 | Zig:25   | Killed a juggernaut
534130 | Zig:25   | Noticed a juggernaut
534130 | Zig:25   | Noticed a juggernaut
534130 | Zig:25   | Noticed a juggernaut
534130 | Zig:25   | Noticed a juggernaut
534130 | Zig:25   | Noticed a juggernaut
534131 | Zig:25   | Noticed a juggernaut
534131 | Zig:25   | Noticed a juggernaut
534132 | Zig:25   | Noticed a juggernaut
534132 | Zig:25   | Noticed a juggernaut
534132 | Zig:25   | Noticed a juggernaut
534133 | Zig:25   | Noticed a juggernaut
534133 | Zig:25   | Killed a juggernaut
534133 | Zig:25   | Killed a juggernaut
534133 | Zig:25   | Killed a juggernaut
534133 | Zig:25   | Killed a juggernaut
534133 | Zig:25   | Killed a juggernaut
534134 | Zig:25   | Noticed a juggernaut
534134 | Zig:25   | Killed a juggernaut
534134 | Zig:25   | Killed a juggernaut
534134 | Zig:25   | Killed a juggernaut
534134 | Zig:25   | Killed a juggernaut
534134 | Zig:25   | Killed a juggernaut
534134 | Zig:25   | Killed a juggernaut
534134 | Zig:25   | Killed a juggernaut
534134 | Zig:25   | Killed a juggernaut
534134 | Zig:25   | Killed a juggernaut
534135 | Zig:25   | Noticed a juggernaut
534135 | Zig:25   | Noticed a juggernaut
534135 | Zig:25   | Noticed a juggernaut
534135 | Zig:25   | Noticed a juggernaut
534135 | Zig:25   | Noticed a juggernaut
534135 | Zig:25   | Noticed a juggernaut
534136 | Zig:25   | Noticed a juggernaut
534136 | Zig:25   | Noticed a juggernaut
534137 | Zig:25   | Noticed a juggernaut
534137 | Zig:25   | Noticed a juggernaut
534137 | Zig:25   | Noticed a juggernaut
534137 | Zig:25   | Killed a juggernaut
534137 | Zig:25   | Killed a juggernaut
534137 | Zig:25   | Killed a juggernaut
534137 | Zig:25   | Killed a juggernaut
534137 | Zig:25   | Killed a juggernaut
534137 | Zig:25   | Killed a juggernaut
534138 | Zig:25   | Noticed a juggernaut
534138 | Zig:25   | Noticed a juggernaut
534138 | Zig:25   | Noticed a juggernaut
534138 | Zig:25   | Noticed a juggernaut
534138 | Zig:25   | Noticed a juggernaut
534138 | Zig:25   | Noticed a juggernaut
534138 | Zig:25   | Killed a juggernaut
534138 | Zig:25   | Killed a juggernaut
534138 | Zig:25   | Killed a juggernaut
534138 | Zig:25   | Killed a juggernaut
534138 | Zig:25   | Killed a juggernaut
534139 | Zig:25   | Noticed a juggernaut
534139 | Zig:25   | Noticed a juggernaut
534139 | Zig:25   | Noticed a juggernaut
534139 | Zig:25   | Killed a juggernaut
534139 | Zig:25   | Killed a juggernaut
534139 | Zig:25   | Killed a juggernaut
534139 | Zig:25   | Killed a juggernaut
534139 | Zig:25   | Killed a juggernaut
534139 | Zig:25   | Killed a juggernaut
534139 | Zig:25   | Killed a juggernaut
534139 | Zig:25   | Killed a juggernaut
534140 | Zig:25   | Noticed a juggernaut
534141 | Zig:25   | Noticed a juggernaut
534142 | Zig:25   | Noticed a juggernaut
534142 | Zig:25   | Noticed a juggernaut
534143 | Zig:25   | Noticed a juggernaut
534143 | Zig:25   | Noticed a juggernaut
534143 | Zig:25   | Killed a juggernaut
534143 | Zig:25   | Killed a juggernaut
534143 | Zig:25   | Killed a juggernaut
534143 | Zig:25   | Killed a juggernaut
534143 | Zig:25   | Killed a juggernaut
534143 | Zig:25   | Killed a juggernaut
534144 | Zig:25   | Noticed a juggernaut
534144 | Zig:25   | Noticed a juggernaut
534144 | Zig:25   | Noticed a juggernaut
534144 | Zig:25   | Noticed a juggernaut
534144 | Zig:25   | Noticed a juggernaut
534144 | Zig:25   | Noticed a juggernaut
534145 | Zig:25   | Noticed a juggernaut
534145 | Zig:25   | Noticed a juggernaut
534145 | Zig:25   | Noticed a juggernaut
534145 | Zig:25   | Noticed a juggernaut
534145 | Zig:25   | Noticed a juggernaut
534145 | Zig:25   | Noticed a juggernaut
534146 | Zig:25   | Noticed a juggernaut
534146 | Zig:25   | Killed a juggernaut
534146 | Zig:25   | Killed a juggernaut
534146 | Zig:25   | Killed a juggernaut
534146 | Zig:25   | Killed a juggernaut
534146 | Zig:25   | Killed a juggernaut
534147 | Zig:25   | Noticed a juggernaut
534147 | Zig:25   | Killed a juggernaut
534147 | Zig:25   | Killed a juggernaut
534147 | Zig:25   | Killed a juggernaut
534147 | Zig:25   | Killed a juggernaut
534147 | Zig:25   | Killed a juggernaut
534147 | Zig:25   | Killed a juggernaut
534147 | Zig:25   | Killed a juggernaut
534147 | Zig:25   | Killed a juggernaut
534148 | Zig:25   | Noticed a juggernaut
534148 | Zig:25   | Noticed a juggernaut
534148 | Zig:25   | Noticed a juggernaut
534148 | Zig:25   | Noticed a juggernaut
534148 | Zig:25   | Killed a juggernaut
534148 | Zig:25   | Killed a juggernaut
534148 | Zig:25   | Killed a juggernaut
534148 | Zig:25   | Killed a juggernaut
534148 | Zig:25   | Killed a juggernaut
534148 | Zig:25   | Killed a juggernaut
534148 | Zig:25   | Killed a juggernaut
534148 | Zig:25   | Killed a juggernaut
534149 | Zig:25   | Noticed a juggernaut
534149 | Zig:25   | Noticed a juggernaut
534149 | Zig:25   | Noticed a juggernaut
534151 | Zig:25   | Noticed a juggernaut
534151 | Zig:25   | Noticed a juggernaut
534152 | Zig:25   | Killed a juggernaut
534152 | Zig:25   | Killed a juggernaut
534153 | Zig:25   | Noticed a juggernaut
534153 | Zig:25   | Killed a juggernaut
534153 | Zig:25   | Killed a juggernaut
534153 | Zig:25   | Killed a juggernaut
534153 | Zig:25   | Killed a juggernaut
534153 | Zig:25   | Killed a juggernaut
534153 | Zig:25   | Killed a juggernaut
534154 | Zig:25   | Noticed a juggernaut
534154 | Zig:25   | Noticed a juggernaut
534155 | Zig:25   | Noticed a juggernaut
534156 | Zig:25   | Noticed a juggernaut
534157 | Zig:25   | Killed a juggernaut
534157 | Zig:25   | Killed a juggernaut
534158 | Zig:25   | Noticed a juggernaut
534158 | Zig:25   | Noticed a juggernaut
534158 | Zig:25   | Noticed a juggernaut
534158 | Zig:25   | Killed a juggernaut
534158 | Zig:25   | Killed a juggernaut
534158 | Zig:25   | Killed a juggernaut
534163 | Zig:25   | Killed a juggernaut
534164 | Zig:25   | Killed a juggernaut
534164 | Zig:25   | Killed a juggernaut
534167 | Zig:25   | Killed a juggernaut
534184 | Zig:25   | Identified Qirgho's Volume of Augmentations and Envenoming
534214 | Zig:25   | Got a serpentine golden ring
534216 | Zig:25   | Identified the ring "Biczi" {rElec MP+9 AC+2 Str+2} (You found it on level 25 of a ziggurat)
534447 | Zig:26   | Entered Level 26 of a ziggurat
534516 | Zig:26   | Got a scorched steel ring
534518 | Zig:26   | Identified the ring "Enosm" {Fire +Blink rPois Int+4} (You found it on level 26 of a ziggurat)
534644 | Zig:26   | Got a translucent jade ring
534645 | Zig:26   | Identified the ring of Peas {*Tele rF+} (You found it on level 26 of a ziggurat)
534667 | Zig:26   | Got a transparent pewter ring
534668 | Zig:26   | Identified the ring of Zahoto Zueny {rF- AC+4 Str+8 Int+4 Stlth-} (You found it on level 26 of a ziggurat)
534670 | Zig:26   | Got a transparent sapphire amulet
534671 | Zig:26   | Identified the amulet "Qoqyoplo" {Faith rPois Dex+6 Slay-4} (You found it on level 26 of a ziggurat)
534725 | Zig:26   | Identified the Volume of Cold and the Rocks
534743 | Zig:26   | Got a wavering marble ring
534745 | Zig:26   | Identified the ring of Woocroit {Wiz Str+4} (You found it on level 26 of a ziggurat)
534790 | Zig:26   | Identified the cursed +0 pair of gloves "Nusuchy" {MR- Dex+6 SInv} (You found it on level 26 of a ziggurat)
534806 | Zig:27   | Entered Level 27 of a ziggurat
534841 | Zig:27   | Identified the Collected Works on the Poisonous Frostbite
534847 | Zig:27   | Identified the Handbook of Transmigration and Ice
534850 | Zig:27   | Identified the +6 broad axe of an ossuary {flame, rPois Str+3 Dex+4} (You found it on level 27 of a ziggurat)
534872 | Zig:27   | Identified the +0 helmet "Nihupsol" {+Blink} (You found it on level 27 of a ziggurat)
534874 | Zig:27   | Got a scorched turquoise ring
534876 | Zig:27   | Identified the cursed ring "Cica" {Int+3 Slay-3} (You found it on level 27 of a ziggurat)
534887 | Zig:27   | Identified The Second Course in Witchcraft
534898 | Zig:27   | Identified the Collected Works on Glacial Heat
534921 | Zig:27   | Identified Sif Muna's Grimoire of the Rocks and Conjuration
535065 | Zig:27   | Got a smoking lapis lazuli ring
535067 | Zig:27   | Identified the ring "Vureudocue" {+Blink Str+4 Int+4} (You found it on level 27 of a ziggurat)
535082 | Zig:27   | Got a slimy tin amulet
535083 | Zig:27   | Identified the amulet of Kiquntuah {Inacc Dex+2} (You found it on level 27 of a ziggurat)
535087 | Zig:27   | Got a slimy platinum amulet
535088 | Zig:27   | Identified the amulet of Immorality {rC+ Regen+} (You found it on level 27 of a ziggurat)
535094 | Zig:27   | Got a glittering glass ring
535095 | Zig:27   | Identified the ring of Axiol {Int+7 Stlth-} (You found it on level 27 of a ziggurat)
535111 | Zig:27   | Got a smoking platinum ring
535112 | Zig:27   | Identified the ring "Ewko" {Wiz rC+ MR+ Dex-5 Stlth+} (You found it on level 27 of a ziggurat)
535118 | Zig:27   | Got a warped bone ring
535119 | Zig:27   | Identified the cursed ring "Padgh" {rF+ rN++ MR- Int-4 Stlth+} (You found it on level 27 of a ziggurat)
535126 | Zig:27   | Got a wavering golden amulet
535127 | Zig:27   | Identified the amulet "Umaas" {Reflect rN+ Int+4 SH+2 Stlth-} (You found it on level 27 of a ziggurat)
535138 | Zig:27   | Got a warped amethyst amulet
535139 | Zig:27   | Identified the amulet of Trepidation {Regen+ Str+4 Dex+7 SInv} (You found it on level 27 of a ziggurat)
535243 | Zig:1    | Entered Level 1 of a ziggurat
535296 | Zig:2    | Entered Level 2 of a ziggurat
535296 | Zig:2    | Noticed an ancient lich
535296 | Zig:2    | Noticed an ancient lich
535296 | Zig:2    | Noticed an ancient lich
535296 | Zig:2    | Noticed an ancient lich
535297 | Zig:2    | Killed an ancient lich
535298 | Zig:2    | Noticed an ancient lich
535298 | Zig:2    | Noticed an ancient lich
535299 | Zig:2    | Killed an ancient lich
535299 | Zig:2    | Killed an ancient lich
535299 | Zig:2    | Killed an ancient lich
535299 | Zig:2    | Killed an ancient lich
535302 | Zig:2    | Killed an ancient lich
535380 | Zig:3    | Entered Level 3 of a ziggurat
535385 | Zig:3    | Noticed Qieffeug the pandemonium lord
535394 | Zig:3    | Killed Qieffeug the pandemonium lord
535445 | Zig:4    | Entered Level 4 of a ziggurat
535454 | Zig:4    | Noticed Roemus the pandemonium lord
535459 | Zig:4    | Killed Roemus the pandemonium lord
535566 | Zig:5    | Entered Level 5 of a ziggurat
535691 | Zig:6    | Entered Level 6 of a ziggurat
535820 | Zig:7    | Entered Level 7 of a ziggurat
535820 | Zig:7    | Noticed an ancient lich
535820 | Zig:7    | Noticed an ancient lich
535820 | Zig:7    | Noticed an ancient lich
535820 | Zig:7    | Noticed an ancient lich
535820 | Zig:7    | Noticed an ancient lich
535820 | Zig:7    | Noticed an ancient lich
535820 | Zig:7    | Noticed an ancient lich
535820 | Zig:7    | Noticed an ancient lich
535820 | Zig:7    | Noticed an ancient lich
535820 | Zig:7    | Noticed an ancient lich
535821 | Zig:7    | Killed an ancient lich
535821 | Zig:7    | Killed an ancient lich
535821 | Zig:7    | Killed an ancient lich
535821 | Zig:7    | Killed an ancient lich
535821 | Zig:7    | Killed an ancient lich
535822 | Zig:7    | Noticed an ancient lich
535822 | Zig:7    | Killed an ancient lich
535822 | Zig:7    | Killed an ancient lich
535822 | Zig:7    | Killed an ancient lich
535822 | Zig:7    | Killed an ancient lich
535823 | Zig:7    | Noticed an ancient lich
535824 | Zig:7    | Noticed an ancient lich
535824 | Zig:7    | Noticed an ancient lich
535824 | Zig:7    | Noticed an ancient lich
535824 | Zig:7    | Killed an ancient lich
535824 | Zig:7    | Killed an ancient lich
535825 | Zig:7    | Noticed an ancient lich
535825 | Zig:7    | Noticed an ancient lich
535825 | Zig:7    | Noticed an ancient lich
535825 | Zig:7    | Noticed an ancient lich
535825 | Zig:7    | Noticed an ancient lich
535826 | Zig:7    | Noticed an ancient lich
535826 | Zig:7    | Noticed an ancient lich
535827 | Zig:7    | Noticed an ancient lich
535827 | Zig:7    | Noticed an ancient lich
535827 | Zig:7    | Noticed an ancient lich
535827 | Zig:7    | Noticed an ancient lich
535827 | Zig:7    | Noticed an ancient lich
535827 | Zig:7    | Killed an ancient lich
535827 | Zig:7    | Killed an ancient lich
535828 | Zig:7    | Noticed an ancient lich
535828 | Zig:7    | Killed an ancient lich
535828 | Zig:7    | Killed an ancient lich
535828 | Zig:7    | Killed an ancient lich
535828 | Zig:7    | Killed an ancient lich
535829 | Zig:7    | Noticed an ancient lich
535829 | Zig:7    | Noticed an ancient lich
535829 | Zig:7    | Noticed an ancient lich
535829 | Zig:7    | Noticed an ancient lich
535829 | Zig:7    | Noticed an ancient lich
535829 | Zig:7    | Noticed an ancient lich
535829 | Zig:7    | Noticed an ancient lich
535830 | Zig:7    | Noticed an ancient lich
535830 | Zig:7    | Noticed an ancient lich
535830 | Zig:7    | Noticed an ancient lich
535831 | Zig:7    | Killed an ancient lich
535831 | Zig:7    | Killed an ancient lich
535831 | Zig:7    | Killed an ancient lich
535831 | Zig:7    | Killed an ancient lich
535831 | Zig:7    | Killed an ancient lich
535831 | Zig:7    | Killed an ancient lich
535831 | Zig:7    | Killed an ancient lich
535831 | Zig:7    | Killed an ancient lich
535831 | Zig:7    | Killed an ancient lich
535831 | Zig:7    | Killed an ancient lich
535831 | Zig:7    | Killed an ancient lich
535831 | Zig:7    | Killed an ancient lich
535833 | Zig:7    | Noticed an ancient lich
535833 | Zig:7    | Killed an ancient lich
535833 | Zig:7    | Killed an ancient lich
535833 | Zig:7    | Killed an ancient lich
535833 | Zig:7    | Killed an ancient lich
535833 | Zig:7    | Killed an ancient lich
535834 | Zig:7    | Killed an ancient lich
535834 | Zig:7    | Killed an ancient lich
535836 | Zig:7    | Killed an ancient lich
535836 | Zig:7    | Killed an ancient lich
535836 | Zig:7    | Killed an ancient lich
535842 | Zig:7    | Got a twitching silver ring
535844 | Zig:7    | Identified the ring "Wuesu" {rPois rF- MR++ Dex+3 Stlth+} (You found it on level 7 of a ziggurat)
535919 | Zig:8    | Entered Level 8 of a ziggurat
535929 | Zig:8    | Noticed Pulus the pandemonium lord
535946 | Zig:8    | Killed Pulus the pandemonium lord
535976 | Zig:8    | Got a coiled turquoise ring
535978 | Zig:8    | Identified the ring of Istrus {rN+ Int+6} (You found it on level 8 of a ziggurat)
536065 | Zig:9    | Entered Level 9 of a ziggurat
536090 | Zig:9    | Got a transparent silver ring
536092 | Zig:9    | Identified the cursed ring "Fidac" {rF- rC+ rN+ AC-2 Int+4} (You found it on level 9 of a ziggurat)
536213 | Zig:10   | Entered Level 10 of a ziggurat
536248 | Zig:10   | Got an ancient tin ring
536250 | Zig:10   | Identified the ring "Heudup" {Wiz rC- rN++ Dex+3 Stlth+} (You found it on level 10 of a ziggurat)
536260 | Zig:10   | Got a transparent diamond amulet
536261 | Zig:10   | Identified the amulet of Bajaraav {Spirit rF- rN++ MR+ Int+4 Slay+3} (You found it on level 10 of a ziggurat)
536273 | Zig:10   | Got a coiled turquoise ring
536274 | Zig:10   | Identified the ring "Laqyopai" {Int+2 SInv} (You found it on level 10 of a ziggurat)
536487 | Zig:11   | Entered Level 11 of a ziggurat
536562 | Zig:11   | Killed a starcursed mass
536597 | Zig:11   | Got a twitching copper amulet
536598 | Zig:11   | Identified the amulet "Wiygane" {+Inv rN+ Regen+ Stlth+} (You found it on level 11 of a ziggurat)
536683 | Zig:12   | Entered Level 12 of a ziggurat
536683 | Zig:12   | Noticed Bytopo the pandemonium lord
536683 | Zig:12   | Noticed Gaiziqom the pandemonium lord
536683 | Zig:12   | Noticed Joach the pandemonium lord
536683 | Zig:12   | Noticed Uvifi the pandemonium lord
536683 | Zig:12   | Noticed Fong the pandemonium lord
536683 | Zig:12   | Noticed Acsoocs the pandemonium lord
536683 | Zig:12   | Noticed Likotro the pandemonium lord
536683 | Zig:12   | Noticed Yceisuw the pandemonium lord
536683 | Zig:12   | Noticed Ifrifyux the pandemonium lord
536683 | Zig:12   | Noticed Cyimn the pandemonium lord
536683 | Zig:12   | Noticed Fuihoarph the pandemonium lord
536683 | Zig:12   | Noticed Qefroeth the pandemonium lord
536683 | Zig:12   | Noticed Koapoid the pandemonium lord
536683 | Zig:12   | Noticed Jeocom the pandemonium lord
536683 | Zig:12   | Noticed Fotsino the pandemonium lord
536683 | Zig:12   | Noticed Lyzxafue the pandemonium lord
536683 | Zig:12   | Noticed Comnaube the pandemonium lord
536683 | Zig:12   | Noticed Fady the pandemonium lord
536683 | Zig:12   | Noticed Numit the pandemonium lord
536683 | Zig:12   | Noticed Waupp the pandemonium lord
536683 | Zig:12   | Noticed Oqimafoc the pandemonium lord
536683 | Zig:12   | Noticed Imnet the pandemonium lord
536683 | Zig:12   | Noticed Kibliuti the pandemonium lord
536683 | Zig:12   | Noticed Usyrulei the pandemonium lord
536683 | Zig:12   | Noticed Otrocer the pandemonium lord
536683 | Zig:12   | Noticed Cyet the pandemonium lord
536683 | Zig:12   | Noticed Ytone the pandemonium lord
536683 | Zig:12   | Noticed Adghero the pandemonium lord
536683 | Zig:12   | Noticed Unoguhamp the pandemonium lord
536683 | Zig:12   | Noticed Gacemuor the pandemonium lord
536683 | Zig:12   | Noticed Lefacvin the pandemonium lord
536683 | Zig:12   | Noticed Woekhol the pandemonium lord
536683 | Zig:12   | Noticed Ywneol the pandemonium lord
536683 | Zig:12   | Noticed Qawk the pandemonium lord
536683 | Zig:12   | Noticed Oxityrout the pandemonium lord
536683 | Zig:12   | Noticed Cuso the pandemonium lord
536683 | Zig:12   | Noticed Zoenyvap the pandemonium lord
536685 | Zig:12   | Noticed Xadaczis the pandemonium lord
536689 | Zig:12   | Killed Cyimn the pandemonium lord
536689 | Zig:12   | Killed Otrocer the pandemonium lord
536690 | Zig:12   | Killed Fotsino the pandemonium lord
536691 | Zig:12   | Killed Koapoid the pandemonium lord
536691 | Zig:12   | Killed Yceisuw the pandemonium lord
536692 | Zig:12   | Killed Fong the pandemonium lord
536693 | Zig:12   | Noticed Faastrog the pandemonium lord
536693 | Zig:12   | Noticed Cidghuat the pandemonium lord
536693 | Zig:12   | Noticed Niphut the pandemonium lord
536693 | Zig:12   | Killed Usyrulei the pandemonium lord
536694 | Zig:12   | Killed Adghero the pandemonium lord
536695 | Zig:12   | Noticed Lusutroad the pandemonium lord
536695 | Zig:12   | Killed Unoguhamp the pandemonium lord
536698 | Zig:12   | Killed Ywneol the pandemonium lord
536698 | Zig:12   | Killed Oxityrout the pandemonium lord
536699 | Zig:12   | Killed Ytone the pandemonium lord
536699 | Zig:12   | Killed Qefroeth the pandemonium lord
536699 | Zig:12   | Killed Numit the pandemonium lord
536699 | Zig:12   | Killed Oqimafoc the pandemonium lord
536699 | Zig:12   | Killed Woekhol the pandemonium lord
536699 | Zig:12   | Killed Lyzxafue the pandemonium lord
536699 | Zig:12   | Killed Jeocom the pandemonium lord
536701 | Zig:12   | Killed Zoenyvap the pandemonium lord
536701 | Zig:12   | Killed Jowameuc the pandemonium lord
536703 | Zig:12   | Noticed Vidwalug the pandemonium lord
536704 | Zig:12   | Noticed Xathal the pandemonium lord
536705 | Zig:12   | Noticed Zistrav the pandemonium lord
536705 | Zig:12   | Noticed Cudut the pandemonium lord
536709 | Zig:12   | Killed Kibliuti the pandemonium lord
536710 | Zig:12   | Noticed Zyxzos the pandemonium lord
536711 | Zig:12   | Noticed Qeoxzaq the pandemonium lord
536711 | Zig:12   | Killed Cuso the pandemonium lord
536712 | Zig:12   | Noticed Eqimp the pandemonium lord
536713 | Zig:12   | Noticed Rinutt the pandemonium lord
536714 | Zig:12   | Killed Uvifi the pandemonium lord
536714 | Zig:12   | Killed Gacemuor the pandemonium lord
536714 | Zig:12   | Killed Waupp the pandemonium lord
536715 | Zig:12   | Noticed Keoraimiha the pandemonium lord
536715 | Zig:12   | Killed Qeoxzaq the pandemonium lord
536715 | Zig:12   | Killed Joach the pandemonium lord
536715 | Zig:12   | Killed Fuihoarph the pandemonium lord
536715 | Zig:12   | Killed Imnet the pandemonium lord
536715 | Zig:12   | Killed Comnaube the pandemonium lord
536716 | Zig:12   | Noticed Pocock the pandemonium lord
536718 | Zig:12   | Noticed Fyvol the pandemonium lord
536718 | Zig:12   | Killed Bytopo the pandemonium lord
536718 | Zig:12   | Killed Xadaczis the pandemonium lord
536718 | Zig:12   | Killed Fady the pandemonium lord
536718 | Zig:12   | Killed Cidghuat the pandemonium lord
536718 | Zig:12   | Killed Likotro the pandemonium lord
536718 | Zig:12   | Killed Ifrifyux the pandemonium lord
536718 | Zig:12   | Killed Zyxzos the pandemonium lord
536718 | Zig:12   | Killed Acsoocs the pandemonium lord
536718 | Zig:12   | Killed Lefacvin the pandemonium lord
536718 | Zig:12   | Killed Zistrav the pandemonium lord
536718 | Zig:12   | Killed Niphut the pandemonium lord
536718 | Zig:12   | Killed Faastrog the pandemonium lord
536719 | Zig:12   | Noticed Pemnogry the pandemonium lord
536719 | Zig:12   | Noticed Jefamoq the pandemonium lord
536719 | Zig:12   | Killed Gaiziqom the pandemonium lord
536719 | Zig:12   | Killed Vidwalug the pandemonium lord
536719 | Zig:12   | Killed Xathal the pandemonium lord
536720 | Zig:12   | Noticed Tidoqo the pandemonium lord
536721 | Zig:12   | Noticed Ucziz the pandemonium lord
536721 | Zig:12   | Noticed Tonehirch the pandemonium lord
536721 | Zig:12   | Noticed Koggorph the pandemonium lord
536722 | Zig:12   | Noticed Oppiulirgh the pandemonium lord
536722 | Zig:12   | Noticed Mecis the pandemonium lord
536722 | Zig:12   | Noticed Qaojos the pandemonium lord
536722 | Zig:12   | Killed Pocock the pandemonium lord
536722 | Zig:12   | Killed Eqimp the pandemonium lord
536722 | Zig:12   | Killed Fyvol the pandemonium lord
536722 | Zig:12   | Killed Rinutt the pandemonium lord
536723 | Zig:12   | Noticed Hisuhegg the pandemonium lord
536723 | Zig:12   | Killed Cyet the pandemonium lord
536723 | Zig:12   | Killed Tonehirch the pandemonium lord
536723 | Zig:12   | Killed Tidoqo the pandemonium lord
536723 | Zig:12   | Killed Lefaga the pandemonium lord
536723 | Zig:12   | Killed Cudut the pandemonium lord
536723 | Zig:12   | Killed Keoraimiha the pandemonium lord
536726 | Zig:12   | Killed Qawk the pandemonium lord
536726 | Zig:12   | Killed Wiqeovua the pandemonium lord
536727 | Zig:12   | Noticed Lazupnam the pandemonium lord
536727 | Zig:12   | Killed Ucziz the pandemonium lord
536728 | Zig:12   | Noticed Zubac the pandemonium lord
536728 | Zig:12   | Noticed Welituve the pandemonium lord
536729 | Zig:12   | Noticed Myvusen the pandemonium lord
536730 | Zig:12   | Noticed Gap Vop the pandemonium lord
536731 | Zig:12   | Noticed Imo Lapa the pandemonium lord
536731 | Zig:12   | Killed Lusutroad the pandemonium lord
536731 | Zig:12   | Killed Oppiulirgh the pandemonium lord
536731 | Zig:12   | Killed Koggorph the pandemonium lord
536731 | Zig:12   | Killed Qaojos the pandemonium lord
536732 | Zig:12   | Noticed Zougiele the pandemonium lord
536732 | Zig:12   | Killed Lazupnam the pandemonium lord
536732 | Zig:12   | Killed Myvusen the pandemonium lord
536733 | Zig:12   | Noticed Zaphuhot the pandemonium lord
536736 | Zig:12   | Noticed Utairig the pandemonium lord
536736 | Zig:12   | Killed Imo Lapa the pandemonium lord
536736 | Zig:12   | Killed Cioguith the pandemonium lord
536736 | Zig:12   | Killed Zubac the pandemonium lord
536736 | Zig:12   | Killed Jefamoq the pandemonium lord
536737 | Zig:12   | Noticed Zosugir the pandemonium lord
536737 | Zig:12   | Noticed Quemit the pandemonium lord
536737 | Zig:12   | Killed Hisuhegg the pandemonium lord
536738 | Zig:12   | Noticed Irghoj the pandemonium lord
536738 | Zig:12   | Killed Utairig the pandemonium lord
536738 | Zig:12   | Killed Xieptoofu the pandemonium lord
536738 | Zig:12   | Killed Pemnogry the pandemonium lord
536739 | Zig:12   | Noticed Louwil the pandemonium lord
536739 | Zig:12   | Noticed Manutur the pandemonium lord
536740 | Zig:12   | Noticed Okuweby the pandemonium lord
536740 | Zig:12   | Killed Manutur the pandemonium lord
536741 | Zig:12   | Noticed Ibraa the pandemonium lord
536742 | Zig:12   | Noticed Daby the pandemonium lord
536743 | Zig:12   | Noticed Eshynyd the pandemonium lord
536743 | Zig:12   | Noticed Laigeg the pandemonium lord
536744 | Zig:12   | Noticed Depretom the pandemonium lord
536744 | Zig:12   | Noticed Lienud the pandemonium lord
536745 | Zig:12   | Noticed Wuceut the pandemonium lord
536746 | Zig:12   | Noticed Pouj the pandemonium lord
536746 | Zig:12   | Killed Xotiepog the pandemonium lord
536746 | Zig:12   | Killed Ibraa the pandemonium lord
536746 | Zig:12   | Killed Mecis the pandemonium lord
536748 | Zig:12   | Noticed Taumnog the pandemonium lord
536750 | Zig:12   | Noticed Asuticvutzo the pandemonium lord
536750 | Zig:12   | Noticed Qycanit the pandemonium lord
536750 | Zig:12   | Killed Pouj the pandemonium lord
536750 | Zig:12   | Killed Daby the pandemonium lord
536750 | Zig:12   | Killed Gap Vop the pandemonium lord
536751 | Zig:12   | Noticed Plog the pandemonium lord
536751 | Zig:12   | Noticed Siric the pandemonium lord
536752 | Zig:12   | Killed Welituve the pandemonium lord
536752 | Zig:12   | Killed Asuticvutzo the pandemonium lord
536752 | Zig:12   | Killed Okuweby the pandemonium lord
536752 | Zig:12   | Killed Quemit the pandemonium lord
536753 | Zig:12   | Noticed Viful the pandemonium lord
536753 | Zig:12   | Noticed Muosusum the pandemonium lord
536754 | Zig:12   | Noticed Waumul the pandemonium lord
536755 | Zig:12   | Noticed Suum the pandemonium lord
536755 | Zig:12   | Killed Plog the pandemonium lord
536756 | Zig:12   | Noticed Qufing the pandemonium lord
536756 | Zig:12   | Noticed Vokibbene the pandemonium lord
536756 | Zig:12   | Killed Zaphuhot the pandemonium lord
536758 | Zig:12   | Noticed Ythriub the pandemonium lord
536758 | Zig:12   | Noticed Xeniofag the pandemonium lord
536758 | Zig:12   | Noticed Vorphoma the pandemonium lord
536758 | Zig:12   | Killed Louwil the pandemonium lord
536758 | Zig:12   | Killed Zosugir the pandemonium lord
536758 | Zig:12   | Killed Wuceut the pandemonium lord
536758 | Zig:12   | Killed Taumnog the pandemonium lord
536759 | Zig:12   | Noticed Ledwemaq the pandemonium lord
536759 | Zig:12   | Noticed Taorunyst the pandemonium lord
536759 | Zig:12   | Noticed Femmuavun the pandemonium lord
536759 | Zig:12   | Noticed Reegeit the pandemonium lord
536759 | Zig:12   | Killed Qufing the pandemonium lord
536759 | Zig:12   | Killed Vorphoma the pandemonium lord
536759 | Zig:12   | Killed Zougiele the pandemonium lord
536759 | Zig:12   | Killed Viful the pandemonium lord
536759 | Zig:12   | Killed Siric the pandemonium lord
536759 | Zig:12   | Killed Lienud the pandemonium lord
536760 | Zig:12   | Noticed Rom Hodd the pandemonium lord
536760 | Zig:12   | Noticed Hyifouts the pandemonium lord
536760 | Zig:12   | Noticed Gumaac the pandemonium lord
536760 | Zig:12   | Noticed Gyudgho the pandemonium lord
536761 | Zig:12   | Noticed Apruq the pandemonium lord
536761 | Zig:12   | Noticed Keicloac the pandemonium lord
536761 | Zig:12   | Noticed Ygiut the pandemonium lord
536762 | Zig:12   | Noticed Daybryig the pandemonium lord
536762 | Zig:12   | Killed Muosusum the pandemonium lord
536762 | Zig:12   | Killed Laigeg the pandemonium lord
536762 | Zig:12   | Killed Qycanit the pandemonium lord
536762 | Zig:12   | Killed Suum the pandemonium lord
536763 | Zig:12   | Noticed Woblio the pandemonium lord
536763 | Zig:12   | Noticed Uheumi the pandemonium lord
536763 | Zig:12   | Killed Keicloac the pandemonium lord
536763 | Zig:12   | Killed Apruq the pandemonium lord
536763 | Zig:12   | Killed Reegeit the pandemonium lord
536763 | Zig:12   | Killed Ythriub the pandemonium lord
536765 | Zig:12   | Noticed Parah the pandemonium lord
536765 | Zig:12   | Killed Gumaac the pandemonium lord
536765 | Zig:12   | Killed Eshynyd the pandemonium lord
536765 | Zig:12   | Killed Jioth the pandemonium lord
536765 | Zig:12   | Killed Uheumi the pandemonium lord
536765 | Zig:12   | Killed Depretom the pandemonium lord
536765 | Zig:12   | Killed Taorunyst the pandemonium lord
536765 | Zig:12   | Killed Hyifouts the pandemonium lord
536766 | Zig:12   | Noticed Pimottij the pandemonium lord
536766 | Zig:12   | Noticed Dumaiwem the pandemonium lord
536768 | Zig:12   | Noticed Difaukk the pandemonium lord
536769 | Zig:12   | Noticed Axoc the pandemonium lord
536770 | Zig:12   | Noticed Fyulamme the pandemonium lord
536770 | Zig:12   | Noticed Jelihar the pandemonium lord
536771 | Zig:12   | Noticed Qeug the pandemonium lord
536771 | Zig:12   | Noticed Enurowirgh the pandemonium lord
536771 | Zig:12   | Noticed Picuv the pandemonium lord
536773 | Zig:12   | Noticed Ydgholoo the pandemonium lord
536773 | Zig:12   | Killed Ygiut the pandemonium lord
536773 | Zig:12   | Killed Parah the pandemonium lord
536774 | Zig:12   | Noticed Ekeopiqy the pandemonium lord
536775 | Zig:12   | Noticed Kaatramp the pandemonium lord
536775 | Zig:12   | Killed Qeug the pandemonium lord
536775 | Zig:12   | Killed Ydgholoo the pandemonium lord
536775 | Zig:12   | Killed Vokibbene the pandemonium lord
536775 | Zig:12   | Killed Jelihar the pandemonium lord
536776 | Zig:12   | Noticed Dygush the pandemonium lord
536776 | Zig:12   | Killed Daybryig the pandemonium lord
536777 | Zig:12   | Noticed Surusy the pandemonium lord
536777 | Zig:12   | Noticed Piohy the pandemonium lord
536777 | Zig:12   | Killed Fyulamme the pandemonium lord
536778 | Zig:12   | Killed Ledwemaq the pandemonium lord
536778 | Zig:12   | Killed Waumul the pandemonium lord
536779 | Zig:12   | Noticed Tousm the pandemonium lord
536779 | Zig:12   | Killed Surusy the pandemonium lord
536779 | Zig:12   | Killed Piohy the pandemonium lord
536779 | Zig:12   | Killed Pimottij the pandemonium lord
536779 | Zig:12   | Killed Femmuavun the pandemonium lord
536779 | Zig:12   | Killed Woblio the pandemonium lord
536779 | Zig:12   | Killed Difaukk the pandemonium lord
536779 | Zig:12   | Killed Picuv the pandemonium lord
536779 | Zig:12   | Killed Rom Hodd the pandemonium lord
536779 | Zig:12   | Killed Tousm the pandemonium lord
536779 | Zig:12   | Killed Axoc the pandemonium lord
536779 | Zig:12   | Killed Irghoj the pandemonium lord
536779 | Zig:12   | Killed Xeniofag the pandemonium lord
536779 | Zig:12   | Killed Kaatramp the pandemonium lord
536780 | Zig:12   | Noticed Izesaiz the pandemonium lord
536780 | Zig:12   | Noticed Quhuun the pandemonium lord
536781 | Zig:12   | Noticed Qippin the pandemonium lord
536781 | Zig:12   | Killed Ekeopiqy the pandemonium lord
536781 | Zig:12   | Killed Dygush the pandemonium lord
536781 | Zig:12   | Killed Enurowirgh the pandemonium lord
536781 | Zig:12   | Killed Izesaiz the pandemonium lord
536781 | Zig:12   | Killed Dake the pandemonium lord
536783 | Zig:12   | Killed Qippin the pandemonium lord
536784 | Zig:12   | Noticed Werghae the pandemonium lord
536785 | Zig:12   | Noticed Rumemn the pandemonium lord
536786 | Zig:12   | Noticed Mokexid the pandemonium lord
536786 | Zig:12   | Killed Rumemn the pandemonium lord
536787 | Zig:12   | Noticed Gauny Byintu the pandemonium lord
536788 | Zig:12   | Noticed Ucie the pandemonium lord
536788 | Zig:12   | Noticed Moru the pandemonium lord
536788 | Zig:12   | Killed Werghae the pandemonium lord
536789 | Zig:12   | Noticed Zeopeh the pandemonium lord
536789 | Zig:12   | Killed Moru the pandemonium lord
536789 | Zig:12   | Killed Xeisol the pandemonium lord
536789 | Zig:12   | Killed Zishrah the pandemonium lord
536791 | Zig:12   | Noticed Ykky the pandemonium lord
536793 | Zig:12   | Killed Mokexid the pandemonium lord
536793 | Zig:12   | Killed Sast the pandemonium lord
536793 | Zig:12   | Killed Ucie the pandemonium lord
536794 | Zig:12   | Killed Quhuun the pandemonium lord
536794 | Zig:12   | Killed Gauny Byintu the pandemonium lord
536794 | Zig:12   | Killed Gyudgho the pandemonium lord
536794 | Zig:12   | Killed Dumaiwem the pandemonium lord
536795 | Zig:12   | Noticed Uvadeyzoteg the pandemonium lord
536795 | Zig:12   | Noticed Plog the pandemonium lord
536795 | Zig:12   | Killed Zeopeh the pandemonium lord
536798 | Zig:12   | Killed Ykky the pandemonium lord
536801 | Zig:12   | Killed Uvadeyzoteg the pandemonium lord
536802 | Zig:12   | Killed Plog the pandemonium lord
537041 | Zig:13   | Entered Level 13 of a ziggurat
537192 | Zig:13   | Got a pitted copper amulet
537193 | Zig:13   | Identified the amulet of Timp {Reflect +Blink rC++ Dex+4 SH+5} (You found it on level 13 of a ziggurat)
537290 | Zig:14   | Entered Level 14 of a ziggurat
537344 | Zig:14   | Paralysed by a floating eye for 3 turns
537362 | Zig:14   | Paralysed by a floating eye for 3 turns
537394 | Zig:14   | Identified the Compendium of Lethal Stones
537411 | Zig:14   | Got a twitching iron ring
537413 | Zig:14   | Identified the ring of Zysor {-Tele rF+ rN+ Dex+5} (You found it on level 14 of a ziggurat)
537491 | Zig:15   | Entered Level 15 of a ziggurat
537491 | Zig:15   | Noticed an ancient lich
537491 | Zig:15   | Noticed an ancient lich
537491 | Zig:15   | Noticed an ancient lich
537491 | Zig:15   | Noticed an ancient lich
537491 | Zig:15   | Noticed an ancient lich
537491 | Zig:15   | Noticed an ancient lich
537491 | Zig:15   | Noticed an ancient lich
537491 | Zig:15   | Noticed an ancient lich
537491 | Zig:15   | Noticed an ancient lich
537491 | Zig:15   | Noticed an ancient lich
537491 | Zig:15   | Noticed an ancient lich
537491 | Zig:15   | Noticed an ancient lich
537491 | Zig:15   | Noticed an ancient lich
537491 | Zig:15   | Noticed an ancient lich
537491 | Zig:15   | Noticed an ancient lich
537492 | Zig:15   | Killed an ancient lich
537492 | Zig:15   | Killed an ancient lich
537492 | Zig:15   | Killed an ancient lich
537492 | Zig:15   | Killed an ancient lich
537493 | Zig:15   | Noticed an ancient lich
537493 | Zig:15   | Noticed an ancient lich
537493 | Zig:15   | Noticed an ancient lich
537494 | Zig:15   | Noticed an ancient lich
537495 | Zig:15   | Killed an ancient lich
537495 | Zig:15   | Killed an ancient lich
537495 | Zig:15   | Killed an ancient lich
537495 | Zig:15   | Killed an ancient lich
537496 | Zig:15   | Noticed an ancient lich
537496 | Zig:15   | Killed an ancient lich
537497 | Zig:15   | Noticed an ancient lich
537497 | Zig:15   | Killed an ancient lich
537497 | Zig:15   | Killed an ancient lich
537497 | Zig:15   | Killed an ancient lich
537497 | Zig:15   | Killed an ancient lich
537497 | Zig:15   | Killed an ancient lich
537497 | Zig:15   | Killed an ancient lich
537498 | Zig:15   | Noticed an ancient lich
537498 | Zig:15   | Noticed an ancient lich
537498 | Zig:15   | Noticed an ancient lich
537498 | Zig:15   | Noticed an ancient lich
537498 | Zig:15   | Noticed an ancient lich
537498 | Zig:15   | Killed an ancient lich
537499 | Zig:15   | Noticed an ancient lich
537499 | Zig:15   | Noticed an ancient lich
537499 | Zig:15   | Killed an ancient lich
537500 | Zig:15   | Noticed an ancient lich
537500 | Zig:15   | Noticed an ancient lich
537501 | Zig:15   | Noticed an ancient lich
537501 | Zig:15   | Noticed an ancient lich
537501 | Zig:15   | Killed an ancient lich
537501 | Zig:15   | Killed an ancient lich
537501 | Zig:15   | Killed an ancient lich
537501 | Zig:15   | Killed an ancient lich
537501 | Zig:15   | Killed an ancient lich
537501 | Zig:15   | Killed an ancient lich
537501 | Zig:15   | Killed an ancient lich
537501 | Zig:15   | Killed an ancient lich
537501 | Zig:15   | Killed an ancient lich
537501 | Zig:15   | Killed an ancient lich
537501 | Zig:15   | Killed an ancient lich
537501 | Zig:15   | Killed an ancient lich
537502 | Zig:15   | Noticed an ancient lich
537503 | Zig:15   | Killed an ancient lich
537503 | Zig:15   | Killed an ancient lich
537503 | Zig:15   | Killed an ancient lich
537504 | Zig:15   | Noticed an ancient lich
537504 | Zig:15   | Killed an ancient lich
537505 | Zig:15   | Noticed an ancient lich
537507 | Zig:15   | Noticed an ancient lich
537507 | Zig:15   | Noticed an ancient lich
537507 | Zig:15   | Noticed an ancient lich
537507 | Zig:15   | Noticed an ancient lich
537507 | Zig:15   | Noticed an ancient lich
537508 | Zig:15   | Noticed an ancient lich
537508 | Zig:15   | Noticed an ancient lich
537508 | Zig:15   | Noticed an ancient lich
537508 | Zig:15   | Noticed an ancient lich
537508 | Zig:15   | Noticed an ancient lich
537509 | Zig:15   | Noticed an ancient lich
537509 | Zig:15   | Noticed an ancient lich
537509 | Zig:15   | Noticed an ancient lich
537509 | Zig:15   | Noticed an ancient lich
537509 | Zig:15   | Noticed an ancient lich
537509 | Zig:15   | Noticed an ancient lich
537509 | Zig:15   | Killed an ancient lich
537510 | Zig:15   | Noticed an ancient lich
537511 | Zig:15   | Noticed an ancient lich
537511 | Zig:15   | Noticed an ancient lich
537512 | Zig:15   | Noticed an ancient lich
537512 | Zig:15   | Noticed an ancient lich
537512 | Zig:15   | Noticed an ancient lich
537512 | Zig:15   | Killed an ancient lich
537512 | Zig:15   | Killed an ancient lich
537512 | Zig:15   | Killed an ancient lich
537512 | Zig:15   | Killed an ancient lich
537512 | Zig:15   | Killed an ancient lich
537512 | Zig:15   | Killed an ancient lich
537512 | Zig:15   | Killed an ancient lich
537512 | Zig:15   | Killed an ancient lich
537512 | Zig:15   | Killed an ancient lich
537512 | Zig:15   | Killed an ancient lich
537512 | Zig:15   | Killed an ancient lich
537512 | Zig:15   | Killed an ancient lich
537512 | Zig:15   | Killed an ancient lich
537512 | Zig:15   | Killed an ancient lich
537513 | Zig:15   | Noticed an ancient lich
537513 | Zig:15   | Noticed an ancient lich
537514 | Zig:15   | Noticed an ancient lich
537515 | Zig:15   | Noticed an ancient lich
537516 | Zig:15   | Noticed an ancient lich
537516 | Zig:15   | Noticed an ancient lich
537517 | Zig:15   | Killed an ancient lich
537517 | Zig:15   | Killed an ancient lich
537517 | Zig:15   | Killed an ancient lich
537517 | Zig:15   | Killed an ancient lich
537517 | Zig:15   | Killed an ancient lich
537517 | Zig:15   | Killed an ancient lich
537517 | Zig:15   | Killed an ancient lich
537517 | Zig:15   | Killed an ancient lich
537517 | Zig:15   | Killed an ancient lich
537517 | Zig:15   | Killed an ancient lich
537518 | Zig:15   | Noticed an ancient lich
537518 | Zig:15   | Noticed an ancient lich
537519 | Zig:15   | Noticed an ancient lich
537520 | Zig:15   | Killed an ancient lich
537520 | Zig:15   | Killed an ancient lich
537520 | Zig:15   | Killed an ancient lich
537521 | Zig:15   | Noticed an ancient lich
537521 | Zig:15   | Killed an ancient lich
537522 | Zig:15   | Noticed an ancient lich
537523 | Zig:15   | Killed an ancient lich
537524 | Zig:15   | Noticed an ancient lich
537524 | Zig:15   | Killed an ancient lich
537524 | Zig:15   | Killed an ancient lich
537527 | Zig:15   | Killed an ancient lich
537527 | Zig:15   | Killed an ancient lich
537527 | Zig:15   | Killed an ancient lich
537528 | Zig:15   | Killed an ancient lich
537581 | Zig:15   | Got a crude granite ring
537582 | Zig:15   | Identified the ring "Taem" {rPois rN+} (You found it on level 15 of a ziggurat)
537616 | Zig:15   | Identified The Second Course in Wizardry
537757 | Zig:16   | Entered Level 16 of a ziggurat
537857 | Zig:16   | Identified the Handbook of the Flying Rocks
537860 | Zig:16   | Identified Sif Muna's Incunabulum of Changing and Poisoning
538000 | Zig:17   | Entered Level 17 of a ziggurat
538042 | Zig:17   | Noticed Innible the pandemonium lord
538050 | Zig:17   | Killed Innible the pandemonium lord
538204 | Zig:17   | Got a bound steel amulet
538205 | Zig:17   | Identified the amulet of the Evening {Gourm *Corrode rPois Int+7} (You found it on level 17 of a ziggurat)
538215 | Zig:17   | Got a scintillating tin ring
538217 | Zig:17   | Identified the ring "Wuthar" {rElec Str+8 Stlth+} (You found it on level 17 of a ziggurat)
538334 | Zig:18   | Entered Level 18 of a ziggurat
538334 | Zig:18   | Noticed a juggernaut
538334 | Zig:18   | Noticed a juggernaut
538334 | Zig:18   | Noticed a juggernaut
538334 | Zig:18   | Noticed a juggernaut
538334 | Zig:18   | Noticed a juggernaut
538334 | Zig:18   | Noticed a juggernaut
538334 | Zig:18   | Noticed a juggernaut
538334 | Zig:18   | Noticed a juggernaut
538334 | Zig:18   | Noticed a juggernaut
538334 | Zig:18   | Noticed a juggernaut
538334 | Zig:18   | Noticed a juggernaut
538334 | Zig:18   | Noticed a juggernaut
538334 | Zig:18   | Noticed a juggernaut
538334 | Zig:18   | Noticed a juggernaut
538334 | Zig:18   | Noticed a juggernaut
538334 | Zig:18   | Noticed a juggernaut
538334 | Zig:18   | Noticed a juggernaut
538334 | Zig:18   | Noticed a juggernaut
538334 | Zig:18   | Noticed a juggernaut
538334 | Zig:18   | Noticed a juggernaut
538334 | Zig:18   | Noticed a juggernaut
538335 | Zig:18   | Killed a juggernaut
538336 | Zig:18   | Noticed a juggernaut
538336 | Zig:18   | Noticed a juggernaut
538336 | Zig:18   | Killed a juggernaut
538336 | Zig:18   | Killed a juggernaut
538336 | Zig:18   | Killed a juggernaut
538336 | Zig:18   | Killed a juggernaut
538336 | Zig:18   | Killed a juggernaut
538336 | Zig:18   | Killed a juggernaut
538336 | Zig:18   | Killed a juggernaut
538336 | Zig:18   | Killed a juggernaut
538336 | Zig:18   | Killed a juggernaut
538336 | Zig:18   | Killed a juggernaut
538336 | Zig:18   | Killed a juggernaut
538336 | Zig:18   | Killed a juggernaut
538337 | Zig:18   | Noticed a juggernaut
538337 | Zig:18   | Killed a juggernaut
538337 | Zig:18   | Killed a juggernaut
538337 | Zig:18   | Killed a juggernaut
538337 | Zig:18   | Killed a juggernaut
538337 | Zig:18   | Killed a juggernaut
538337 | Zig:18   | Killed a juggernaut
538337 | Zig:18   | Killed a juggernaut
538337 | Zig:18   | Killed a juggernaut
538338 | Zig:18   | Noticed a juggernaut
538338 | Zig:18   | Noticed a juggernaut
538338 | Zig:18   | Noticed a juggernaut
538338 | Zig:18   | Noticed a juggernaut
538338 | Zig:18   | Noticed a juggernaut
538338 | Zig:18   | Noticed a juggernaut
538339 | Zig:18   | Noticed a juggernaut
538339 | Zig:18   | Noticed a juggernaut
538339 | Zig:18   | Noticed a juggernaut
538339 | Zig:18   | Noticed a juggernaut
538339 | Zig:18   | Noticed a juggernaut
538339 | Zig:18   | Noticed a juggernaut
538339 | Zig:18   | Noticed a juggernaut
538339 | Zig:18   | Noticed a juggernaut
538339 | Zig:18   | Noticed a juggernaut
538340 | Zig:18   | Noticed a juggernaut
538340 | Zig:18   | Noticed a juggernaut
538340 | Zig:18   | Noticed a juggernaut
538340 | Zig:18   | Noticed a juggernaut
538340 | Zig:18   | Noticed a juggernaut
538340 | Zig:18   | Noticed a juggernaut
538340 | Zig:18   | Noticed a juggernaut
538340 | Zig:18   | Noticed a juggernaut
538340 | Zig:18   | Noticed a juggernaut
538340 | Zig:18   | Noticed a juggernaut
538341 | Zig:18   | Noticed a juggernaut
538341 | Zig:18   | Noticed a juggernaut
538341 | Zig:18   | Killed a juggernaut
538341 | Zig:18   | Killed a juggernaut
538341 | Zig:18   | Killed a juggernaut
538342 | Zig:18   | Noticed a juggernaut
538342 | Zig:18   | Noticed a juggernaut
538342 | Zig:18   | Noticed a juggernaut
538342 | Zig:18   | Noticed a juggernaut
538342 | Zig:18   | Noticed a juggernaut
538342 | Zig:18   | Noticed a juggernaut
538343 | Zig:18   | Noticed a juggernaut
538344 | Zig:18   | Noticed a juggernaut
538344 | Zig:18   | Noticed a juggernaut
538345 | Zig:18   | Noticed a juggernaut
538345 | Zig:18   | Killed a juggernaut
538345 | Zig:18   | Killed a juggernaut
538345 | Zig:18   | Killed a juggernaut
538345 | Zig:18   | Killed a juggernaut
538345 | Zig:18   | Killed a juggernaut
538345 | Zig:18   | Killed a juggernaut
538345 | Zig:18   | Killed a juggernaut
538345 | Zig:18   | Killed a juggernaut
538345 | Zig:18   | Killed a juggernaut
538345 | Zig:18   | Killed a juggernaut
538345 | Zig:18   | Killed a juggernaut
538345 | Zig:18   | Killed a juggernaut
538345 | Zig:18   | Killed a juggernaut
538345 | Zig:18   | Killed a juggernaut
538346 | Zig:18   | Noticed a juggernaut
538346 | Zig:18   | Noticed a juggernaut
538346 | Zig:18   | Noticed a juggernaut
538346 | Zig:18   | Noticed a juggernaut
538346 | Zig:18   | Noticed a juggernaut
538346 | Zig:18   | Killed a juggernaut
538346 | Zig:18   | Killed a juggernaut
538346 | Zig:18   | Killed a juggernaut
538346 | Zig:18   | Killed a juggernaut
538346 | Zig:18   | Killed a juggernaut
538346 | Zig:18   | Killed a juggernaut
538346 | Zig:18   | Killed a juggernaut
538346 | Zig:18   | Killed a juggernaut
538346 | Zig:18   | Killed a juggernaut
538346 | Zig:18   | Killed a juggernaut
538346 | Zig:18   | Killed a juggernaut
538346 | Zig:18   | Killed a juggernaut
538346 | Zig:18   | Killed a juggernaut
538346 | Zig:18   | Killed a juggernaut
538346 | Zig:18   | Killed a juggernaut
538346 | Zig:18   | Killed a juggernaut
538347 | Zig:18   | Noticed a juggernaut
538347 | Zig:18   | Noticed a juggernaut
538347 | Zig:18   | Noticed a juggernaut
538347 | Zig:18   | Noticed a juggernaut
538347 | Zig:18   | Noticed a juggernaut
538348 | Zig:18   | Noticed a juggernaut
538348 | Zig:18   | Noticed a juggernaut
538348 | Zig:18   | Noticed a juggernaut
538348 | Zig:18   | Killed a juggernaut
538348 | Zig:18   | Killed a juggernaut
538348 | Zig:18   | Killed a juggernaut
538348 | Zig:18   | Killed a juggernaut
538348 | Zig:18   | Killed a juggernaut
538348 | Zig:18   | Killed a juggernaut
538348 | Zig:18   | Killed a juggernaut
538348 | Zig:18   | Killed a juggernaut
538348 | Zig:18   | Killed a juggernaut
538348 | Zig:18   | Killed a juggernaut
538349 | Zig:18   | Noticed a juggernaut
538349 | Zig:18   | Noticed a juggernaut
538349 | Zig:18   | Noticed a juggernaut
538349 | Zig:18   | Noticed a juggernaut
538349 | Zig:18   | Noticed a juggernaut
538349 | Zig:18   | Noticed a juggernaut
538350 | Zig:18   | Noticed a juggernaut
538350 | Zig:18   | Killed a juggernaut
538350 | Zig:18   | Killed a juggernaut
538350 | Zig:18   | Killed a juggernaut
538350 | Zig:18   | Killed a juggernaut
538350 | Zig:18   | Killed a juggernaut
538350 | Zig:18   | Killed a juggernaut
538350 | Zig:18   | Killed a juggernaut
538351 | Zig:18   | Noticed a juggernaut
538352 | Zig:18   | Noticed a juggernaut
538352 | Zig:18   | Killed a juggernaut
538352 | Zig:18   | Killed a juggernaut
538352 | Zig:18   | Killed a juggernaut
538352 | Zig:18   | Killed a juggernaut
538352 | Zig:18   | Killed a juggernaut
538352 | Zig:18   | Killed a juggernaut
538352 | Zig:18   | Killed a juggernaut
538353 | Zig:18   | Noticed a juggernaut
538353 | Zig:18   | Noticed a juggernaut
538354 | Zig:18   | Noticed a juggernaut
538354 | Zig:18   | Noticed a juggernaut
538354 | Zig:18   | Noticed a juggernaut
538354 | Zig:18   | Noticed a juggernaut
538354 | Zig:18   | Noticed a juggernaut
538354 | Zig:18   | Noticed a juggernaut
538355 | Zig:18   | Noticed a juggernaut
538355 | Zig:18   | Noticed a juggernaut
538355 | Zig:18   | Noticed a juggernaut
538355 | Zig:18   | Noticed a juggernaut
538356 | Zig:18   | Noticed a juggernaut
538356 | Zig:18   | Noticed a juggernaut
538356 | Zig:18   | Killed a juggernaut
538356 | Zig:18   | Killed a juggernaut
538356 | Zig:18   | Killed a juggernaut
538357 | Zig:18   | Noticed a juggernaut
538357 | Zig:18   | Noticed a juggernaut
538358 | Zig:18   | Killed a juggernaut
538358 | Zig:18   | Killed a juggernaut
538358 | Zig:18   | Killed a juggernaut
538358 | Zig:18   | Killed a juggernaut
538358 | Zig:18   | Killed a juggernaut
538358 | Zig:18   | Killed a juggernaut
538358 | Zig:18   | Killed a juggernaut
538358 | Zig:18   | Killed a juggernaut
538358 | Zig:18   | Killed a juggernaut
538358 | Zig:18   | Killed a juggernaut
538358 | Zig:18   | Killed a juggernaut
538359 | Zig:18   | Noticed a juggernaut
538359 | Zig:18   | Killed a juggernaut
538359 | Zig:18   | Killed a juggernaut
538359 | Zig:18   | Killed a juggernaut
538359 | Zig:18   | Killed a juggernaut
538360 | Zig:18   | Noticed a juggernaut
538360 | Zig:18   | Noticed a juggernaut
538360 | Zig:18   | Noticed a juggernaut
538361 | Zig:18   | Noticed a juggernaut
538361 | Zig:18   | Noticed a juggernaut
538361 | Zig:18   | Noticed a juggernaut
538362 | Zig:18   | Noticed a juggernaut
538362 | Zig:18   | Noticed a juggernaut
538362 | Zig:18   | Noticed a juggernaut
538362 | Zig:18   | Noticed a juggernaut
538362 | Zig:18   | Noticed a juggernaut
538363 | Zig:18   | Noticed a juggernaut
538364 | Zig:18   | Noticed a juggernaut
538364 | Zig:18   | Killed a juggernaut
538364 | Zig:18   | Killed a juggernaut
538364 | Zig:18   | Killed a juggernaut
538364 | Zig:18   | Killed a juggernaut
538365 | Zig:18   | Noticed a juggernaut
538365 | Zig:18   | Noticed a juggernaut
538365 | Zig:18   | Noticed a juggernaut
538365 | Zig:18   | Killed a juggernaut
538365 | Zig:18   | Killed a juggernaut
538365 | Zig:18   | Killed a juggernaut
538365 | Zig:18   | Killed a juggernaut
538365 | Zig:18   | Killed a juggernaut
538365 | Zig:18   | Killed a juggernaut
538365 | Zig:18   | Killed a juggernaut
538365 | Zig:18   | Killed a juggernaut
538365 | Zig:18   | Killed a juggernaut
538365 | Zig:18   | Killed a juggernaut
538365 | Zig:18   | Killed a juggernaut
538369 | Zig:18   | Killed a juggernaut
538370 | Zig:18   | Killed a juggernaut
538370 | Zig:18   | Killed a juggernaut
538370 | Zig:18   | Killed a juggernaut
538370 | Zig:18   | Killed a juggernaut
538371 | Zig:18   | Noticed a juggernaut
538374 | Zig:18   | Noticed a juggernaut
538375 | Zig:18   | Noticed a juggernaut
538376 | Zig:18   | Killed a juggernaut
538377 | Zig:18   | Killed a juggernaut
538382 | Zig:18   | Killed a juggernaut
538390 | Zig:18   | Identified Iloy's Papyrus of Evil Air
538394 | Zig:18   | Identified the cursed +0 helmet of Tempters {rN+ Str+4} (You found it on level 18 of a ziggurat)
538584 | Zig:18   | Got a clouded tin ring
538586 | Zig:18   | Identified the ring of Spontaneous Combustion {rC+ AC+5} (You found it on level 18 of a ziggurat)
538592 | Zig:18   | Identified the Grimoire of Poisonous Moulding
538594 | Zig:18   | Got a transparent sapphire amulet
538595 | Zig:18   | Identified the amulet "Pucsialu" {Regen+ Dex+4} (You found it on level 18 of a ziggurat)
538663 | Zig:18   | Identified the Tome of Feathers
538670 | Zig:18   | Identified the cursed +1 crystal plate armour "Paipsef" {rC+ Dex+4} (You found it on level 18 of a ziggurat)
538711 | Zig:19   | Entered Level 19 of a ziggurat
538893 | Zig:19   | Got a smoking jade ring
538895 | Zig:19   | Identified the ring "Lauruluv" {rC++ MR+ Str+3} (You found it on level 19 of a ziggurat)
538946 | Zig:20   | Entered Level 20 of a ziggurat
538946 | Zig:20   | Noticed Joefiuj the pandemonium lord
538946 | Zig:20   | Noticed Qile the pandemonium lord
538946 | Zig:20   | Noticed Xietum the pandemonium lord
538946 | Zig:20   | Noticed Puyriz the pandemonium lord
538946 | Zig:20   | Noticed Huesie the pandemonium lord
538946 | Zig:20   | Noticed Fibiru the pandemonium lord
538946 | Zig:20   | Noticed Ysaokidu the pandemonium lord
538946 | Zig:20   | Noticed Ceised the pandemonium lord
538946 | Zig:20   | Noticed Hopak the pandemonium lord
538946 | Zig:20   | Noticed Zuoleiwk the pandemonium lord
538946 | Zig:20   | Noticed Hefisch the pandemonium lord
538946 | Zig:20   | Noticed Cefadizo the pandemonium lord
538946 | Zig:20   | Noticed Ivuamm the pandemonium lord
538946 | Zig:20   | Noticed Bomih the pandemonium lord
538946 | Zig:20   | Noticed Onna the pandemonium lord
538946 | Zig:20   | Noticed Ojyte the pandemonium lord
538946 | Zig:20   | Noticed Kutsacs the pandemonium lord
538946 | Zig:20   | Noticed Fuareoh the pandemonium lord
538946 | Zig:20   | Noticed Loeq the pandemonium lord
538946 | Zig:20   | Noticed Hogomiuj the pandemonium lord
538946 | Zig:20   | Noticed Yloalab the pandemonium lord
538946 | Zig:20   | Noticed Weroch the pandemonium lord
538946 | Zig:20   | Noticed Mine Iqo the pandemonium lord
538946 | Zig:20   | Noticed Guonathe the pandemonium lord
538946 | Zig:20   | Noticed Xulea the pandemonium lord
538946 | Zig:20   | Noticed Ungog the pandemonium lord
538946 | Zig:20   | Noticed Wygesut the pandemonium lord
538946 | Zig:20   | Noticed Cubops the pandemonium lord
538946 | Zig:20   | Noticed Zaet the pandemonium lord
538946 | Zig:20   | Noticed Maock the pandemonium lord
538946 | Zig:20   | Noticed Vueng the pandemonium lord
538946 | Zig:20   | Noticed Unoeruebon the pandemonium lord
538946 | Zig:20   | Noticed Ukhloafu the pandemonium lord
538946 | Zig:20   | Noticed Ulixui Gepel the pandemonium lord
538946 | Zig:20   | Noticed Laqegur the pandemonium lord
538946 | Zig:20   | Noticed Lalis the pandemonium lord
538946 | Zig:20   | Noticed Zext the pandemonium lord
538946 | Zig:20   | Noticed Hirche Ovvo the pandemonium lord
538946 | Zig:20   | Noticed Majioss the pandemonium lord
538946 | Zig:20   | Noticed Tuebac the pandemonium lord
538946 | Zig:20   | Noticed Tamnokir the pandemonium lord
538946 | Zig:20   | Noticed Ulugum the pandemonium lord
538946 | Zig:20   | Noticed Ybiak the pandemonium lord
538946 | Zig:20   | Noticed Osuu the pandemonium lord
538946 | Zig:20   | Noticed Xesel the pandemonium lord
538946 | Zig:20   | Noticed Loclug the pandemonium lord
538946 | Zig:20   | Noticed Xepsuh the pandemonium lord
538946 | Zig:20   | Noticed Zyatonec the pandemonium lord
538946 | Zig:20   | Noticed Uloff the pandemonium lord
538948 | Zig:20   | Noticed Juletac the pandemonium lord
538948 | Zig:20   | Noticed Ciuplid the pandemonium lord
538948 | Zig:20   | Noticed Naxil the pandemonium lord
538949 | Zig:20   | Noticed Luryet the pandemonium lord
538949 | Zig:20   | Noticed Kunlarauru the pandemonium lord
538949 | Zig:20   | Killed Wygesut the pandemonium lord
538950 | Zig:20   | Noticed Naiguw Nompo the pandemonium lord
538950 | Zig:20   | Noticed Quumnas the pandemonium lord
538950 | Zig:20   | Noticed Lejuov Goapn the pandemonium lord
538950 | Zig:20   | Killed Fuareoh the pandemonium lord
538951 | Zig:20   | Noticed Gorasoum the pandemonium lord
538951 | Zig:20   | Noticed Geoxymugo the pandemonium lord
538951 | Zig:20   | Killed Zuoleiwk the pandemonium lord
538951 | Zig:20   | Killed Yloalab the pandemonium lord
538951 | Zig:20   | Killed Fibiru the pandemonium lord
538952 | Zig:20   | Noticed Ururank the pandemonium lord
538952 | Zig:20   | Killed Hefisch the pandemonium lord
538952 | Zig:20   | Killed Xulea the pandemonium lord
538952 | Zig:20   | Killed Hopak the pandemonium lord
538952 | Zig:20   | Killed Ungog the pandemonium lord
538952 | Zig:20   | Killed Maock the pandemonium lord
538952 | Zig:20   | Killed Lalis the pandemonium lord
538952 | Zig:20   | Killed Puyriz the pandemonium lord
538952 | Zig:20   | Killed Kutsacs the pandemonium lord
538952 | Zig:20   | Killed Vueng the pandemonium lord
538952 | Zig:20   | Killed Joefiuj the pandemonium lord
538952 | Zig:20   | Killed Ysaokidu the pandemonium lord
538952 | Zig:20   | Killed Juletac the pandemonium lord
538952 | Zig:20   | Killed Cefadizo the pandemonium lord
538952 | Zig:20   | Killed Guonathe the pandemonium lord
538952 | Zig:20   | Killed Huesie the pandemonium lord
538952 | Zig:20   | Killed Hogomiuj the pandemonium lord
538952 | Zig:20   | Killed Weroch the pandemonium lord
538953 | Zig:20   | Noticed Womis the pandemonium lord
538953 | Zig:20   | Noticed Fiotathu the pandemonium lord
538953 | Zig:20   | Noticed Loob the pandemonium lord
538953 | Zig:20   | Noticed Ussasud the pandemonium lord
538953 | Zig:20   | Killed Loclug the pandemonium lord
538954 | Zig:20   | Noticed Bylojiw the pandemonium lord
538954 | Zig:20   | Noticed Zud Asiamp the pandemonium lord
538954 | Zig:20   | Noticed Pazisuli the pandemonium lord
538954 | Zig:20   | Noticed Pecob the pandemonium lord
538954 | Zig:20   | Killed Ulugum the pandemonium lord
538954 | Zig:20   | Killed Ukhloafu the pandemonium lord
538955 | Zig:20   | Noticed Waow the pandemonium lord
538955 | Zig:20   | Noticed Giorrac the pandemonium lord
538955 | Zig:20   | Noticed Veogoka the pandemonium lord
538957 | Zig:20   | Noticed Rohetohu the pandemonium lord
538957 | Zig:20   | Noticed Waxou the pandemonium lord
538957 | Zig:20   | Killed Uloff the pandemonium lord
538957 | Zig:20   | Killed Quumnas the pandemonium lord
538957 | Zig:20   | Killed Onna the pandemonium lord
538957 | Zig:20   | Killed Cubops the pandemonium lord
538957 | Zig:20   | Killed Loeq the pandemonium lord
538957 | Zig:20   | Killed Zyatonec the pandemonium lord
538958 | Zig:20   | Noticed Ocijikh the pandemonium lord
538960 | Zig:20   | Noticed Aloen the pandemonium lord
538962 | Zig:20   | Noticed Hirgharot the pandemonium lord
538963 | Zig:20   | Noticed Noakke the pandemonium lord
538964 | Zig:20   | Noticed Nitasij the pandemonium lord
538964 | Zig:20   | Killed Xesel the pandemonium lord
538965 | Zig:20   | Killed Naiguw Nompo the pandemonium lord
538966 | Zig:20   | Killed Lejuov Goapn the pandemonium lord
538966 | Zig:20   | Killed Xietum the pandemonium lord
538966 | Zig:20   | Killed Bylojiw the pandemonium lord
538966 | Zig:20   | Killed Aloen the pandemonium lord
538966 | Zig:20   | Killed Luryet the pandemonium lord
538966 | Zig:20   | Killed Loob the pandemonium lord
538966 | Zig:20   | Killed Qile the pandemonium lord
538966 | Zig:20   | Killed Waow the pandemonium lord
538968 | Zig:20   | Noticed Cuze the pandemonium lord
538968 | Zig:20   | Killed Naxil the pandemonium lord
538968 | Zig:20   | Killed Geoxymugo the pandemonium lord
538968 | Zig:20   | Killed Unoeruebon the pandemonium lord
538968 | Zig:20   | Killed Ojyte the pandemonium lord
538968 | Zig:20   | Killed Kunlarauru the pandemonium lord
538968 | Zig:20   | Killed Giorrac the pandemonium lord
538968 | Zig:20   | Killed Fiotathu the pandemonium lord
538969 | Zig:20   | Noticed Ivahong the pandemonium lord
538969 | Zig:20   | Noticed Cas Libeazu the pandemonium lord
538969 | Zig:20   | Killed Ocijikh the pandemonium lord
538969 | Zig:20   | Killed Majioss the pandemonium lord
538969 | Zig:20   | Killed Zaet the pandemonium lord
538969 | Zig:20   | Killed Osuu the pandemonium lord
538969 | Zig:20   | Killed Laqegur the pandemonium lord
538970 | Zig:20   | Noticed Deyd the pandemonium lord
538970 | Zig:20   | Noticed Luah the pandemonium lord
538971 | Zig:20   | Noticed Qioverett the pandemonium lord
538971 | Zig:20   | Killed Xepsuh the pandemonium lord
538971 | Zig:20   | Killed Pazisuli the pandemonium lord
538971 | Zig:20   | Killed Noakke the pandemonium lord
538972 | Zig:20   | Noticed Ofarewim the pandemonium lord
538972 | Zig:20   | Noticed Sudacs the pandemonium lord
538972 | Zig:20   | Noticed Usoimit the pandemonium lord
538972 | Zig:20   | Killed Hirgharot the pandemonium lord
538972 | Zig:20   | Killed Luah the pandemonium lord
538972 | Zig:20   | Killed Ulixui Gepel the pandemonium lord
538973 | Zig:20   | Noticed Tuuveg the pandemonium lord
538973 | Zig:20   | Noticed Didok the pandemonium lord
538974 | Zig:20   | Killed Qioverett the pandemonium lord
538974 | Zig:20   | Killed Pecob the pandemonium lord
538974 | Zig:20   | Killed Zud Asiamp the pandemonium lord
538974 | Zig:20   | Killed Rohetohu the pandemonium lord
538974 | Zig:20   | Killed Waxou the pandemonium lord
538974 | Zig:20   | Killed Veogoka the pandemonium lord
538975 | Zig:20   | Noticed Juon the pandemonium lord
538977 | Zig:20   | Noticed Upnyw the pandemonium lord
538978 | Zig:20   | Noticed Giameps the pandemonium lord
538978 | Zig:20   | Killed Ivahong the pandemonium lord
538978 | Zig:20   | Killed Bomih the pandemonium lord
538978 | Zig:20   | Killed Cas Libeazu the pandemonium lord
538979 | Zig:20   | Noticed Cadum the pandemonium lord
538979 | Zig:20   | Noticed Woamegu the pandemonium lord
538979 | Zig:20   | Noticed Zomaus the pandemonium lord
538979 | Zig:20   | Noticed Jim Otze the pandemonium lord
538979 | Zig:20   | Noticed Qecren the pandemonium lord
538979 | Zig:20   | Killed Juon the pandemonium lord
538979 | Zig:20   | Killed Ofarewim the pandemonium lord
538979 | Zig:20   | Killed Gorasoum the pandemonium lord
538980 | Zig:20   | Noticed Ochul the pandemonium lord
538980 | Zig:20   | Noticed Arphusy the pandemonium lord
538980 | Zig:20   | Noticed Jum Japt the pandemonium lord
538980 | Zig:20   | Noticed Mitas the pandemonium lord
538980 | Zig:20   | Killed Ururank the pandemonium lord
538980 | Zig:20   | Killed Ceised the pandemonium lord
538980 | Zig:20   | Killed Ivuamm the pandemonium lord
538980 | Zig:20   | Killed Usoimit the pandemonium lord
538980 | Zig:20   | Killed Tuebac the pandemonium lord
538980 | Zig:20   | Killed Upnyw the pandemonium lord
538980 | Zig:20   | Killed Giameps the pandemonium lord
538980 | Zig:20   | Killed Didok the pandemonium lord
538980 | Zig:20   | Killed Tamnokir the pandemonium lord
538981 | Zig:20   | Noticed Upio the pandemonium lord
538981 | Zig:20   | Noticed Bazuumikh the pandemonium lord
538981 | Zig:20   | Killed Arphusy the pandemonium lord
538981 | Zig:20   | Killed Qecren the pandemonium lord
538981 | Zig:20   | Killed Zomaus the pandemonium lord
538981 | Zig:20   | Killed Woamegu the pandemonium lord
538981 | Zig:20   | Killed Cag Xun the pandemonium lord
538981 | Zig:20   | Killed Cadum the pandemonium lord
538981 | Zig:20   | Killed Nitasij the pandemonium lord
538981 | Zig:20   | Killed Hirche Ovvo the pandemonium lord
538981 | Zig:20   | Killed Tuuveg the pandemonium lord
538981 | Zig:20   | Killed Zext the pandemonium lord
538982 | Zig:20   | Noticed Xuiq the pandemonium lord
538982 | Zig:20   | Noticed Osivos the pandemonium lord
538983 | Zig:20   | Noticed Tualed the pandemonium lord
538983 | Zig:20   | Noticed Nihiraiti the pandemonium lord
538983 | Zig:20   | Noticed Retsod the pandemonium lord
538983 | Zig:20   | Noticed Hebrom the pandemonium lord
538984 | Zig:20   | Noticed Jegutaqa the pandemonium lord
538985 | Zig:20   | Noticed Qeonin the pandemonium lord
538985 | Zig:20   | Noticed Tokean the pandemonium lord
538985 | Zig:20   | Killed Cuze the pandemonium lord
538985 | Zig:20   | Killed Mine Iqo the pandemonium lord
538986 | Zig:20   | Noticed Ecotesig the pandemonium lord
538986 | Zig:20   | Noticed Zuenod the pandemonium lord
538986 | Zig:20   | Killed Jegutaqa the pandemonium lord
538986 | Zig:20   | Killed Goeck the pandemonium lord
538986 | Zig:20   | Killed Deyd the pandemonium lord
538987 | Zig:20   | Noticed Hesi Ratt the pandemonium lord
538987 | Zig:20   | Noticed Josoxus the pandemonium lord
538988 | Zig:20   | Noticed Bups the pandemonium lord
538989 | Zig:20   | Noticed Isoblaem the pandemonium lord
538990 | Zig:20   | Noticed Hewyeqy the pandemonium lord
538991 | Zig:20   | Noticed Veh Leyguph the pandemonium lord
538992 | Zig:20   | Killed Josoxus the pandemonium lord
538992 | Zig:20   | Killed Hebrom the pandemonium lord
538993 | Zig:20   | Noticed Mafuj the pandemonium lord
538994 | Zig:20   | Noticed Zatrojev the pandemonium lord
538994 | Zig:20   | Noticed Faruyny the pandemonium lord
538994 | Zig:20   | Noticed Vaul Liaxkoa the pandemonium lord
538994 | Zig:20   | Killed Ecotesig the pandemonium lord
538994 | Zig:20   | Killed Jim Otze the pandemonium lord
538995 | Zig:20   | Noticed Ibemok the pandemonium lord
538995 | Zig:20   | Killed Faruyny the pandemonium lord
538995 | Zig:20   | Killed Sudacs the pandemonium lord
538996 | Zig:20   | Noticed Vilalior the pandemonium lord
538996 | Zig:20   | Noticed Irorch the pandemonium lord
538996 | Zig:20   | Killed Bazuumikh the pandemonium lord
538996 | Zig:20   | Killed Upio the pandemonium lord
538996 | Zig:20   | Killed Retsod the pandemonium lord
538996 | Zig:20   | Killed Ussasud the pandemonium lord
538996 | Zig:20   | Killed Osivos the pandemonium lord
538996 | Zig:20   | Killed Xuiq the pandemonium lord
538996 | Zig:20   | Killed Tufuice the pandemonium lord
538996 | Zig:20   | Killed Usushuan the pandemonium lord
538997 | Zig:20   | Noticed Zeuruceh the pandemonium lord
538997 | Zig:20   | Killed Jum Japt the pandemonium lord
538998 | Zig:20   | Killed Tokean the pandemonium lord
538998 | Zig:20   | Killed Ibemok the pandemonium lord
538998 | Zig:20   | Killed Jyetyfu the pandemonium lord
538999 | Zig:20   | Noticed Wepamiff the pandemonium lord
538999 | Zig:20   | Killed Mafuj the pandemonium lord
539000 | Zig:20   | Noticed Hobrekhluekk the pandemonium lord
539000 | Zig:20   | Killed Zatrojev the pandemonium lord
539000 | Zig:20   | Killed Vilalior the pandemonium lord
539000 | Zig:20   | Killed Tualed the pandemonium lord
539000 | Zig:20   | Killed Faicaiz the pandemonium lord
539000 | Zig:20   | Killed Zeuruceh the pandemonium lord
539000 | Zig:20   | Killed Veh Leyguph the pandemonium lord
539000 | Zig:20   | Killed Vaul Liaxkoa the pandemonium lord
539000 | Zig:20   | Killed Bups the pandemonium lord
539000 | Zig:20   | Killed Ochul the pandemonium lord
539001 | Zig:20   | Noticed Goeppoa the pandemonium lord
539001 | Zig:20   | Noticed Kyfagrawk the pandemonium lord
539002 | Zig:20   | Noticed Huxeyte the pandemonium lord
539003 | Zig:20   | Noticed Vogu the pandemonium lord
539003 | Zig:20   | Killed Irorch the pandemonium lord
539003 | Zig:20   | Killed Isoblaem the pandemonium lord
539003 | Zig:20   | Killed Hesi Ratt the pandemonium lord
539003 | Zig:20   | Killed Hewyeqy the pandemonium lord
539004 | Zig:20   | Noticed Gudikk the pandemonium lord
539004 | Zig:20   | Noticed Rogyshri the pandemonium lord
539005 | Zig:20   | Noticed Zoxuocon the pandemonium lord
539005 | Zig:20   | Noticed Kawen the pandemonium lord
539005 | Zig:20   | Killed Womis the pandemonium lord
539005 | Zig:20   | Killed Larumis the pandemonium lord
539005 | Zig:20   | Killed Nihiraiti the pandemonium lord
539006 | Zig:20   | Noticed Feoboul the pandemonium lord
539006 | Zig:20   | Noticed Pihiz the pandemonium lord
539006 | Zig:20   | Noticed Ihikhaf the pandemonium lord
539007 | Zig:20   | Noticed Fexzaol the pandemonium lord
539008 | Zig:20   | Noticed Tehany the pandemonium lord
539009 | Zig:20   | Noticed Sobyadgh the pandemonium lord
539010 | Zig:20   | Noticed Ahaanuuc the pandemonium lord
539011 | Zig:20   | Noticed Ikhlol the pandemonium lord
539011 | Zig:20   | Noticed Peniquoj the pandemonium lord
539011 | Zig:20   | Killed Ihikhaf the pandemonium lord
539011 | Zig:20   | Killed Qeonin the pandemonium lord
539011 | Zig:20   | Killed Fexzaol the pandemonium lord
539011 | Zig:20   | Noticed Qiucetao the pandemonium lord
539011 | Zig:20   | Killed Kyfagrawk the pandemonium lord
539012 | Zig:20   | Noticed Kuokiqes the pandemonium lord
539012 | Zig:20   | Killed Ciuplid the pandemonium lord
539012 | Zig:20   | Killed Goeppoa the pandemonium lord
539012 | Zig:20   | Killed Feoboul the pandemonium lord
539012 | Zig:20   | Killed Votoxock the pandemonium lord
539012 | Zig:20   | Killed Ahaanuuc the pandemonium lord
539012 | Zig:20   | Killed Zuenod the pandemonium lord
539012 | Zig:20   | Killed Pihiz the pandemonium lord
539012 | Zig:20   | Killed Tehany the pandemonium lord
539013 | Zig:20   | Killed Gudikk the pandemonium lord
539013 | Zig:20   | Killed Rogyshri the pandemonium lord
539014 | Zig:20   | Killed Qiucetao the pandemonium lord
539014 | Zig:20   | Killed Ikhlol the pandemonium lord
539015 | Zig:20   | Noticed Byghais the pandemonium lord
539015 | Zig:20   | Noticed Ribiotw Ribb the pandemonium lord
539016 | Zig:20   | Noticed Unulyck the pandemonium lord
539017 | Zig:20   | Noticed Riariops the pandemonium lord
539017 | Zig:20   | Noticed Iseep the pandemonium lord
539017 | Zig:20   | Noticed Wocideibargh the pandemonium lord
539017 | Zig:20   | Noticed Hiluwniud the pandemonium lord
539018 | Zig:20   | Killed Kawen the pandemonium lord
539018 | Zig:20   | Killed Sobyadgh the pandemonium lord
539018 | Zig:20   | Killed Vogu the pandemonium lord
539018 | Zig:20   | Killed Wepamiff the pandemonium lord
539018 | Zig:20   | Killed Ybiak the pandemonium lord
539018 | Zig:20   | Killed Huxeyte the pandemonium lord
539019 | Zig:20   | Noticed Uvar the pandemonium lord
539021 | Zig:20   | Noticed Eruilave the pandemonium lord
539021 | Zig:20   | Killed Peniquoj the pandemonium lord
539021 | Zig:20   | Killed Xojustriy the pandemonium lord
539021 | Zig:20   | Killed Hobrekhluekk the pandemonium lord
539021 | Zig:20   | Killed Hiluwniud the pandemonium lord
539022 | Zig:20   | Noticed Femuvvuq the pandemonium lord
539022 | Zig:20   | Noticed Veorukhargha the pandemonium lord
539022 | Zig:20   | Noticed Paifoem the pandemonium lord
539023 | Zig:20   | Noticed Iwkocer the pandemonium lord
539023 | Zig:20   | Killed Wocideibargh the pandemonium lord
539023 | Zig:20   | Killed Byghais the pandemonium lord
539023 | Zig:20   | Killed Paifoem the pandemonium lord
539023 | Zig:20   | Killed Riariops the pandemonium lord
539023 | Zig:20   | Killed Uvar the pandemonium lord
539024 | Zig:20   | Killed Unulyck the pandemonium lord
539025 | Zig:20   | Noticed Legh the pandemonium lord
539025 | Zig:20   | Noticed Jifu the pandemonium lord
539025 | Zig:20   | Killed Ribiotw Ribb the pandemonium lord
539025 | Zig:20   | Killed Veorukhargha the pandemonium lord
539025 | Zig:20   | Killed Eruilave the pandemonium lord
539026 | Zig:20   | Noticed Xappenar the pandemonium lord
539026 | Zig:20   | Killed Kuokiqes the pandemonium lord
539026 | Zig:20   | Killed Femuvvuq the pandemonium lord
539026 | Zig:20   | Killed Iseep the pandemonium lord
539026 | Zig:20   | Killed Iwkocer the pandemonium lord
539026 | Zig:20   | Killed Legh the pandemonium lord
539027 | Zig:20   | Noticed Halisu the pandemonium lord
539027 | Zig:20   | Noticed Kyptulus the pandemonium lord
539028 | Zig:20   | Noticed Bavvuli the pandemonium lord
539028 | Zig:20   | Noticed Ceudafarch the pandemonium lord
539028 | Zig:20   | Noticed Kunohemu the pandemonium lord
539028 | Zig:20   | Noticed Ideunt the pandemonium lord
539031 | Zig:20   | Noticed Mithrin the pandemonium lord
539031 | Zig:20   | Noticed Vaogrit the pandemonium lord
539032 | Zig:20   | Noticed Hoockiki the pandemonium lord
539032 | Zig:20   | Killed Zoxuocon the pandemonium lord
539033 | Zig:20   | Noticed Nowki the pandemonium lord
539033 | Zig:20   | Noticed Wuiza the pandemonium lord
539033 | Zig:20   | Killed Xappenar the pandemonium lord
539034 | Zig:20   | Killed Mitas the pandemonium lord
539035 | Zig:20   | Noticed Jeowocw the pandemonium lord
539035 | Zig:20   | Noticed Xiqog the pandemonium lord
539035 | Zig:20   | Noticed Saitt the pandemonium lord
539036 | Zig:20   | Noticed Zuabir the pandemonium lord
539037 | Zig:20   | Killed Ceudafarch the pandemonium lord
539037 | Zig:20   | Killed Jeowocw the pandemonium lord
539037 | Zig:20   | Killed Mithrin the pandemonium lord
539038 | Zig:20   | Killed Kunohemu the pandemonium lord
539038 | Zig:20   | Killed Jifu the pandemonium lord
539039 | Zig:20   | Noticed Essing the pandemonium lord
539039 | Zig:20   | Noticed Saen the pandemonium lord
539039 | Zig:20   | Killed Kyptulus the pandemonium lord
539039 | Zig:20   | Killed Ideunt the pandemonium lord
539041 | Zig:20   | Noticed Boogroz the pandemonium lord
539041 | Zig:20   | Killed Vaogrit the pandemonium lord
539041 | Zig:20   | Killed Saitt the pandemonium lord
539041 | Zig:20   | Killed Zuabir the pandemonium lord
539042 | Zig:20   | Noticed Tucargh the pandemonium lord
539042 | Zig:20   | Noticed Vinnok the pandemonium lord
539042 | Zig:20   | Killed Bavvuli the pandemonium lord
539043 | Zig:20   | Noticed Yhuf the pandemonium lord
539043 | Zig:20   | Noticed Doxtoxa the pandemonium lord
539043 | Zig:20   | Killed Saen the pandemonium lord
539043 | Zig:20   | Killed Xiqog the pandemonium lord
539044 | Zig:20   | Noticed Arui the pandemonium lord
539044 | Zig:20   | Noticed Irhistih the pandemonium lord
539044 | Zig:20   | Noticed Femnawee the pandemonium lord
539044 | Zig:20   | Noticed Boneesim the pandemonium lord
539044 | Zig:20   | Noticed Ceuxkuci the pandemonium lord
539044 | Zig:20   | Killed Halisu the pandemonium lord
539045 | Zig:20   | Killed Hoockiki the pandemonium lord
539046 | Zig:20   | Noticed Vairih the pandemonium lord
539047 | Zig:20   | Noticed Joint the pandemonium lord
539047 | Zig:20   | Noticed Owkel the pandemonium lord
539048 | Zig:20   | Killed Doxtoxa the pandemonium lord
539049 | Zig:20   | Noticed Comamnodgh the pandemonium lord
539049 | Zig:20   | Noticed Eleobac the pandemonium lord
539051 | Zig:20   | Noticed Hyfeem the pandemonium lord
539052 | Zig:20   | Noticed Fafoenug the pandemonium lord
539052 | Zig:20   | Killed Yhuf the pandemonium lord
539052 | Zig:20   | Killed Vinnok the pandemonium lord
539054 | Zig:20   | Noticed Sugunic the pandemonium lord
539054 | Zig:20   | Killed Tucargh the pandemonium lord
539055 | Zig:20   | Noticed Oscheh the pandemonium lord
539056 | Zig:20   | Noticed Renkaerch the pandemonium lord
539058 | Zig:20   | Killed Femnawee the pandemonium lord
539060 | Zig:20   | Noticed Ivveg the pandemonium lord
539062 | Zig:20   | Killed Essing the pandemonium lord
539063 | Zig:20   | Killed Arui the pandemonium lord
539067 | Zig:20   | Noticed Enakyux the pandemonium lord
539068 | Zig:20   | Killed Comamnodgh the pandemonium lord
539068 | Zig:20   | Killed Joint the pandemonium lord
539069 | Zig:20   | Killed Wuiza the pandemonium lord
539071 | Zig:20   | Noticed Sublup the pandemonium lord
539071 | Zig:20   | Noticed Ymadd the pandemonium lord
539071 | Zig:20   | Killed Nowki the pandemonium lord
539073 | Zig:20   | Killed Irhistih the pandemonium lord
539075 | Zig:20   | Noticed Uwujuomuf the pandemonium lord
539075 | Zig:20   | Noticed Guixtagomo the pandemonium lord
539075 | Zig:20   | Noticed Vesaklet the pandemonium lord
539075 | Zig:20   | Noticed Ypysaum the pandemonium lord
539075 | Zig:20   | Noticed Bowupt the pandemonium lord
539075 | Zig:20   | Noticed Fogoploa the pandemonium lord
539075 | Zig:20   | Noticed Kadua the pandemonium lord
539075 | Zig:20   | Noticed Gopnamm the pandemonium lord
539076 | Zig:20   | Noticed Nupued the pandemonium lord
539076 | Zig:20   | Noticed Ekhlonikk the pandemonium lord
539076 | Zig:20   | Noticed Ezuil the pandemonium lord
539076 | Zig:20   | Noticed Vatulut the pandemonium lord
539076 | Zig:20   | Noticed Rieddaudd the pandemonium lord
539076 | Zig:20   | Noticed Ulehiemp the pandemonium lord
539076 | Zig:20   | Noticed Ujebomin the pandemonium lord
539076 | Zig:20   | Noticed Soodam the pandemonium lord
539076 | Zig:20   | Noticed Tockoque the pandemonium lord
539076 | Zig:20   | Noticed Cot Vaup the pandemonium lord
539076 | Zig:20   | Noticed Zitz the pandemonium lord
539077 | Zig:20   | Noticed Ocenaeph the pandemonium lord
539077 | Zig:20   | Noticed Nuelamp the pandemonium lord
539082 | Zig:20   | Killed Bowupt the pandemonium lord
539082 | Zig:20   | Killed Uwujuomuf the pandemonium lord
539086 | Zig:20   | Noticed Recintu the pandemonium lord
539087 | Zig:20   | Killed Ypysaum the pandemonium lord
539089 | Zig:20   | Killed Rieddaudd the pandemonium lord
539090 | Zig:20   | Noticed Tagoedd the pandemonium lord
539090 | Zig:20   | Killed Ujebomin the pandemonium lord
539090 | Zig:20   | Killed Ekhlonikk the pandemonium lord
539090 | Zig:20   | Killed Ulehiemp the pandemonium lord
539090 | Zig:20   | Killed Tockoque the pandemonium lord
539090 | Zig:20   | Killed Nuelamp the pandemonium lord
539090 | Zig:20   | Killed Zitz the pandemonium lord
539090 | Zig:20   | Killed Fogoploa the pandemonium lord
539091 | Zig:20   | Noticed Miyhufai the pandemonium lord
539091 | Zig:20   | Killed Tagoedd the pandemonium lord
539091 | Zig:20   | Killed Kujacsir the pandemonium lord
539091 | Zig:20   | Killed Ezuil the pandemonium lord
539091 | Zig:20   | Killed Isheotae the pandemonium lord
539093 | Zig:20   | Noticed Umijazia the pandemonium lord
539093 | Zig:20   | Noticed Umaoplut the pandemonium lord
539093 | Zig:20   | Noticed Zeem the pandemonium lord
539093 | Zig:20   | Noticed Iwkuel the pandemonium lord
539093 | Zig:20   | Killed Recintu the pandemonium lord
539093 | Zig:20   | Killed Cot Vaup the pandemonium lord
539093 | Zig:20   | Killed Ocenaeph the pandemonium lord
539093 | Zig:20   | Killed Miyhufai the pandemonium lord
539093 | Zig:20   | Killed Gopnamm the pandemonium lord
539094 | Zig:20   | Noticed Wulu Reis the pandemonium lord
539096 | Zig:20   | Noticed Sidghic the pandemonium lord
539098 | Zig:20   | Noticed Ynuohoeg the pandemonium lord
539098 | Zig:20   | Noticed Zurhaxke the pandemonium lord
539098 | Zig:20   | Killed Umaoplut the pandemonium lord
539098 | Zig:20   | Killed Guixtagomo the pandemonium lord
539099 | Zig:20   | Noticed Estru Geliod the pandemonium lord
539101 | Zig:20   | Noticed Vekk the pandemonium lord
539102 | Zig:20   | Noticed Wubiennoi the pandemonium lord
539102 | Zig:20   | Killed Sidghic the pandemonium lord
539102 | Zig:20   | Killed Nodoug the pandemonium lord
539103 | Zig:20   | Noticed Ifioczin the pandemonium lord
539104 | Zig:20   | Noticed Poteozxoa the pandemonium lord
539104 | Zig:20   | Killed Umijazia the pandemonium lord
539104 | Zig:20   | Killed Vesaklet the pandemonium lord
539105 | Zig:20   | Killed Zurhaxke the pandemonium lord
539105 | Zig:20   | Killed Wubiennoi the pandemonium lord
539106 | Zig:20   | Noticed Piegumez the pandemonium lord
539106 | Zig:20   | Noticed Pepnymic the pandemonium lord
539107 | Zig:20   | Noticed Tiogic the pandemonium lord
539107 | Zig:20   | Killed Allofaff the pandemonium lord
539107 | Zig:20   | Killed Soodam the pandemonium lord
539110 | Zig:20   | Noticed Akhlad the pandemonium lord
539111 | Zig:20   | Noticed Dugan the pandemonium lord
539111 | Zig:20   | Noticed Biuts the pandemonium lord
539111 | Zig:20   | Killed Vekk the pandemonium lord
539111 | Zig:20   | Killed Wulu Reis the pandemonium lord
539111 | Zig:20   | Killed Zeem the pandemonium lord
539111 | Zig:20   | Killed Pepnymic the pandemonium lord
539111 | Zig:20   | Killed Iwkuel the pandemonium lord
539112 | Zig:20   | Killed Tiogic the pandemonium lord
539112 | Zig:20   | Killed Piegumez the pandemonium lord
539113 | Zig:20   | Noticed Paha the pandemonium lord
539113 | Zig:20   | Killed Vatulut the pandemonium lord
539114 | Zig:20   | Noticed Demuunlo the pandemonium lord
539114 | Zig:20   | Killed Biuts the pandemonium lord
539114 | Zig:20   | Killed Boajax the pandemonium lord
539114 | Zig:20   | Killed Ifioczin the pandemonium lord
539114 | Zig:20   | Killed Dugan the pandemonium lord
539114 | Zig:20   | Killed Diur the pandemonium lord
539114 | Zig:20   | Killed Paha the pandemonium lord
539114 | Zig:20   | Killed Poteozxoa the pandemonium lord
539115 | Zig:20   | Noticed Pelis the pandemonium lord
539115 | Zig:20   | Noticed Inymybad the pandemonium lord
539115 | Zig:20   | Noticed Irogh the pandemonium lord
539115 | Zig:20   | Killed Akhlad the pandemonium lord
539115 | Zig:20   | Killed Nupued the pandemonium lord
539115 | Zig:20   | Killed Ynuohoeg the pandemonium lord
539116 | Zig:20   | Noticed Gafuotz the pandemonium lord
539116 | Zig:20   | Noticed Olicrak the pandemonium lord
539116 | Zig:20   | Killed Estru Geliod the pandemonium lord
539117 | Zig:20   | Noticed Noeruriade the pandemonium lord
539119 | Zig:20   | Noticed Fadikeim the pandemonium lord
539119 | Zig:20   | Killed Kiron the pandemonium lord
539120 | Zig:20   | Noticed Ginyek the pandemonium lord
539122 | Zig:20   | Noticed Kollon the pandemonium lord
539124 | Zig:20   | Noticed Muleam the pandemonium lord
539125 | Zig:20   | Noticed Ishratoh the pandemonium lord
539125 | Zig:20   | Noticed Fukomed the pandemonium lord
539125 | Zig:20   | Noticed Vapece the pandemonium lord
539126 | Zig:20   | Killed Ishratoh the pandemonium lord
539126 | Zig:20   | Killed Vapece the pandemonium lord
539127 | Zig:20   | Noticed Keelom the pandemonium lord
539127 | Zig:20   | Killed Inymybad the pandemonium lord
539127 | Zig:20   | Killed Pelis the pandemonium lord
539128 | Zig:20   | Killed Noeruriade the pandemonium lord
539129 | Zig:20   | Noticed Ufor the pandemonium lord
539130 | Zig:20   | Noticed Lepona the pandemonium lord
539131 | Zig:20   | Noticed Luyg Zifre the pandemonium lord
539131 | Zig:20   | Noticed Quiwaxt the pandemonium lord
539131 | Zig:20   | Noticed Tisexeeq the pandemonium lord
539132 | Zig:20   | Killed Irogh the pandemonium lord
539132 | Zig:20   | Killed Demuunlo the pandemonium lord
539133 | Zig:20   | Killed Ginyek the pandemonium lord
539134 | Zig:20   | Killed Muleam the pandemonium lord
539136 | Zig:20   | Noticed Yrucyg the pandemonium lord
539136 | Zig:20   | Noticed Catroph the pandemonium lord
539136 | Zig:20   | Noticed Roes the pandemonium lord
539136 | Zig:20   | Killed Fadikeim the pandemonium lord
539136 | Zig:20   | Killed Keelom the pandemonium lord
539136 | Zig:20   | Killed Gafuotz the pandemonium lord
539138 | Zig:20   | Noticed Noiqopt the pandemonium lord
539138 | Zig:20   | Noticed Uheluuwn the pandemonium lord
539138 | Zig:20   | Noticed Ymeuz the pandemonium lord
539138 | Zig:20   | Noticed Wuedidunost the pandemonium lord
539139 | Zig:20   | Noticed Keusor the pandemonium lord
539140 | Zig:20   | Noticed Nyhyacid the pandemonium lord
539143 | Zig:20   | Killed Ufor the pandemonium lord
539143 | Zig:20   | Killed Olicrak the pandemonium lord
539144 | Zig:20   | Killed Fukomed the pandemonium lord
539145 | Zig:20   | Noticed Loduschont the pandemonium lord
539146 | Zig:20   | Killed Yrucyg the pandemonium lord
539147 | Zig:20   | Noticed Liruta the pandemonium lord
539149 | Zig:20   | Killed Wuedidunost the pandemonium lord
539149 | Zig:20   | Killed Kadua the pandemonium lord
539149 | Zig:20   | Killed Lepona the pandemonium lord
539149 | Zig:20   | Killed Kollon the pandemonium lord
539150 | Zig:20   | Noticed Vaypsis the pandemonium lord
539150 | Zig:20   | Killed Tisexeeq the pandemonium lord
539151 | Zig:20   | Noticed Udom the pandemonium lord
539151 | Zig:20   | Noticed Katuhidu the pandemonium lord
539151 | Zig:20   | Noticed Carusire the pandemonium lord
539151 | Zig:20   | Killed Quiwaxt the pandemonium lord
539152 | Zig:20   | Noticed Futi the pandemonium lord
539152 | Zig:20   | Noticed Tofoped the pandemonium lord
539152 | Zig:20   | Killed Uheluuwn the pandemonium lord
539153 | Zig:20   | Killed Luyg Zifre the pandemonium lord
539153 | Zig:20   | Killed Oscheh the pandemonium lord
539154 | Zig:20   | Noticed Pecko Ommu the pandemonium lord
539154 | Zig:20   | Noticed Ychaxaot the pandemonium lord
539154 | Zig:20   | Killed Nyhyacid the pandemonium lord
539155 | Zig:20   | Killed Noiqopt the pandemonium lord
539155 | Zig:20   | Killed Udom the pandemonium lord
539155 | Zig:20   | Killed Vaypsis the pandemonium lord
539155 | Zig:20   | Killed Loduschont the pandemonium lord
539155 | Zig:20   | Killed Liruta the pandemonium lord
539155 | Zig:20   | Killed Caanaez the pandemonium lord
539155 | Zig:20   | Killed Futi the pandemonium lord
539155 | Zig:20   | Killed Boogroz the pandemonium lord
539155 | Zig:20   | Killed Katuhidu the pandemonium lord
539156 | Zig:20   | Noticed Dojauci the pandemonium lord
539156 | Zig:20   | Noticed Akeqor the pandemonium lord
539158 | Zig:20   | Killed Ymeuz the pandemonium lord
539158 | Zig:20   | Killed Catroph the pandemonium lord
539158 | Zig:20   | Killed Carusire the pandemonium lord
539159 | Zig:20   | Noticed Otoamiek the pandemonium lord
539159 | Zig:20   | Killed Dojauci the pandemonium lord
539159 | Zig:20   | Killed Eleobac the pandemonium lord
539159 | Zig:20   | Killed Otoamiek the pandemonium lord
539160 | Zig:20   | Noticed Magusm the pandemonium lord
539160 | Zig:20   | Noticed Zeostraarr the pandemonium lord
539161 | Zig:20   | Noticed Caximnor the pandemonium lord
539161 | Zig:20   | Killed Roes the pandemonium lord
539162 | Zig:20   | Noticed Xuzoplaq the pandemonium lord
539162 | Zig:20   | Killed Xuzoplaq the pandemonium lord
539162 | Zig:20   | Killed Akeqor the pandemonium lord
539163 | Zig:20   | Noticed Hemaweaq the pandemonium lord
539163 | Zig:20   | Noticed Dutu the pandemonium lord
539163 | Zig:20   | Noticed Labrenua the pandemonium lord
539163 | Zig:20   | Noticed Dico the pandemonium lord
539163 | Zig:20   | Noticed Idghet the pandemonium lord
539164 | Zig:20   | Killed Ychaxaot the pandemonium lord
539165 | Zig:20   | Noticed Hemifab the pandemonium lord
539167 | Zig:20   | Noticed Itzoh the pandemonium lord
539167 | Zig:20   | Killed Pecko Ommu the pandemonium lord
539168 | Zig:20   | Noticed Nuqaom Ynets the pandemonium lord
539168 | Zig:20   | Killed Zeostraarr the pandemonium lord
539168 | Zig:20   | Killed Tofoped the pandemonium lord
539168 | Zig:20   | Killed Magusm the pandemonium lord
539169 | Zig:20   | Noticed Gycvinnu the pandemonium lord
539169 | Zig:20   | Killed Idghet the pandemonium lord
539169 | Zig:20   | Killed Labrenua the pandemonium lord
539169 | Zig:20   | Killed Hemaweaq the pandemonium lord
539169 | Zig:20   | Killed Caximnor the pandemonium lord
539170 | Zig:20   | Noticed Teapynaurch the pandemonium lord
539171 | Zig:20   | Noticed Baynaps the pandemonium lord
539172 | Zig:20   | Noticed Ozieboru the pandemonium lord
539172 | Zig:20   | Killed Gycvinnu the pandemonium lord
539172 | Zig:20   | Killed Renkaerch the pandemonium lord
539172 | Zig:20   | Killed Jenoahou the pandemonium lord
539172 | Zig:20   | Killed Ufuun the pandemonium lord
539172 | Zig:20   | Killed Baynaps the pandemonium lord
539173 | Zig:20   | Noticed Jaode the pandemonium lord
539173 | Zig:20   | Killed Teapynaurch the pandemonium lord
539173 | Zig:20   | Killed Jaode the pandemonium lord
539173 | Zig:20   | Killed Ozieboru the pandemonium lord
539173 | Zig:20   | Killed Nuqaom Ynets the pandemonium lord
539173 | Zig:20   | Killed Hemifab the pandemonium lord
539173 | Zig:20   | Killed Owkel the pandemonium lord
539176 | Zig:20   | Noticed Violoc the pandemonium lord
539176 | Zig:20   | Killed Keusor the pandemonium lord
539176 | Zig:20   | Killed Dico the pandemonium lord
539176 | Zig:20   | Killed Violoc the pandemonium lord
539177 | Zig:20   | Noticed Giacsaig the pandemonium lord
539177 | Zig:20   | Noticed Itairaff the pandemonium lord
539177 | Zig:20   | Noticed Voesokh the pandemonium lord
539177 | Zig:20   | Killed Hyfeem the pandemonium lord
539178 | Zig:20   | Killed Itairaff the pandemonium lord
539180 | Zig:20   | Noticed Yngal the pandemonium lord
539183 | Zig:20   | Noticed Haenuunn the pandemonium lord
539184 | Zig:20   | Killed Voesokh the pandemonium lord
539184 | Zig:20   | Killed Boneesim the pandemonium lord
539184 | Zig:20   | Killed Fafoenug the pandemonium lord
539184 | Zig:20   | Killed Giacsaig the pandemonium lord
539185 | Zig:20   | Noticed Wihir the pandemonium lord
539185 | Zig:20   | Noticed Voblil the pandemonium lord
539185 | Zig:20   | Killed Itzoh the pandemonium lord
539185 | Zig:20   | Killed Ivveg the pandemonium lord
539185 | Zig:20   | Killed Haenuunn the pandemonium lord
539186 | Zig:20   | Noticed Toupp the pandemonium lord
539186 | Zig:20   | Noticed Yneosut the pandemonium lord
539186 | Zig:20   | Killed Ceuxkuci the pandemonium lord
539186 | Zig:20   | Killed Dutu the pandemonium lord
539187 | Zig:20   | Noticed Sonoreump the pandemonium lord
539187 | Zig:20   | Killed Wihir the pandemonium lord
539187 | Zig:20   | Killed Ymadd the pandemonium lord
539188 | Zig:20   | Noticed Duigoys the pandemonium lord
539188 | Zig:20   | Noticed Gesch the pandemonium lord
539189 | Zig:20   | Noticed Fiybreck the pandemonium lord
539190 | Zig:20   | Noticed Voth the pandemonium lord
539191 | Zig:20   | Noticed Imeziwk Fuef the pandemonium lord
539191 | Zig:20   | Noticed Jotiaqen the pandemonium lord
539191 | Zig:20   | Killed Gesch the pandemonium lord
539191 | Zig:20   | Killed Sublup the pandemonium lord
539191 | Zig:20   | Killed Yneosut the pandemonium lord
539192 | Zig:20   | Noticed Pietem the pandemonium lord
539192 | Zig:20   | Noticed Gixkid the pandemonium lord
539193 | Zig:20   | Noticed Qoab the pandemonium lord
539193 | Zig:20   | Killed Yngal the pandemonium lord
539193 | Zig:20   | Killed Fiybreck the pandemonium lord
539193 | Zig:20   | Killed Voth the pandemonium lord
539193 | Zig:20   | Killed Toupp the pandemonium lord
539194 | Zig:20   | Noticed Quorchoi the pandemonium lord
539194 | Zig:20   | Noticed Jigesul the pandemonium lord
539195 | Zig:20   | Noticed Nearue the pandemonium lord
539198 | Zig:20   | Killed Voblil the pandemonium lord
539199 | Zig:20   | Noticed Doqilunk the pandemonium lord
539199 | Zig:20   | Noticed Emnibid the pandemonium lord
539199 | Zig:20   | Killed Gixkid the pandemonium lord
539200 | Zig:20   | Killed Duigoys the pandemonium lord
539200 | Zig:20   | Killed Nearue the pandemonium lord
539201 | Zig:20   | Noticed Dasinn the pandemonium lord
539202 | Zig:20   | Killed Doqilunk the pandemonium lord
539203 | Zig:20   | Killed Emnibid the pandemonium lord
539204 | Zig:20   | Killed Pietem the pandemonium lord
539204 | Zig:20   | Killed Jotiaqen the pandemonium lord
539204 | Zig:20   | Killed Sonoreump the pandemonium lord
539206 | Zig:20   | Noticed Gaeqi the pandemonium lord
539207 | Zig:20   | Noticed Wibrasah the pandemonium lord
539207 | Zig:20   | Noticed Qoxoth the pandemonium lord
539209 | Zig:20   | Noticed Tipiorympu the pandemonium lord
539210 | Zig:20   | Killed Qoab the pandemonium lord
539211 | Zig:20   | Killed Vairih the pandemonium lord
539214 | Zig:20   | Killed Quorchoi the pandemonium lord
539218 | Zig:20   | Killed Qoxoth the pandemonium lord
539223 | Zig:20   | Killed Sugunic the pandemonium lord
539231 | Zig:20   | Killed Enakyux the pandemonium lord
539232 | Zig:20   | Killed Imeziwk Fuef the pandemonium lord
539233 | Zig:20   | Killed Wibrasah the pandemonium lord
539233 | Zig:20   | Killed Gaeqi the pandemonium lord
539233 | Zig:20   | Killed Dasinn the pandemonium lord
539233 | Zig:20   | Killed Tipiorympu the pandemonium lord
539239 | Zig:20   | Killed Jigesul the pandemonium lord
539256 | Zig:20   | Got a transparent garnet amulet
539257 | Zig:20   | Identified the amulet of Syndicalism {rC+ MR++ Regen+ Str-4 SInv} (You found it on level 20 of a ziggurat)
539285 | Zig:20   | Got a translucent copper ring
539287 | Zig:20   | Identified the ring of the Thistle {rC- Str+8 Dex+3 SInv} (You found it on level 20 of a ziggurat)
539502 | Zig:21   | Entered Level 21 of a ziggurat
539690 | Zig:21   | Identified the +1 cloak of Listlessness {rElec MR++ Stlth-} (You found it on level 21 of a ziggurat)
539698 | Zig:21   | Got a shimmering wooden ring
539701 | Zig:21   | Identified the ring of Qogohit {MR- Str+2 Int+5 Stlth+} (You found it on level 21 of a ziggurat)
539718 | Zig:21   | Identified Sif Muna's Guide on Creative Ice
539741 | Zig:21   | Got a wavering glass ring
539742 | Zig:21   | Identified the ring "Cicoghici" {*Tele rF+} (You found it on level 21 of a ziggurat)
539872 | Zig:21   | Identified Sif Muna's Reference Book on the Entrancing Snowflakes
539880 | Zig:22   | Entered Level 22 of a ziggurat
540090 | Zig:22   | Got a smoking jade ring
540092 | Zig:22   | Identified the ring of the Scarab {rElec rC+ rN+ Stlth-} (You found it on level 22 of a ziggurat)
540096 | Zig:22   | Got a scintillating platinum ring
540097 | Zig:22   | Identified the ring of Rammoaha {rPois EV+2} (You found it on level 22 of a ziggurat)
540127 | Zig:22   | Got a clouded granite ring
540128 | Zig:22   | Identified the cursed ring of Raiczas {rF+ Str+7 Int+2 Dex-2 Slay-2} (You found it on level 22 of a ziggurat)
540131 | Zig:22   | Got a bound amber ring
540137 | Zig:22   | Identified the ring of Cobboloru {+Fly rElec rPois Str+6 Int-2} (You found it on level 22 of a ziggurat)
540144 | Zig:22   | Got a faintly glowing tin ring
540146 | Zig:22   | Identified the ring of Tiygiph {rN+++ MR+ Str+2 Stlth-} (You found it on level 22 of a ziggurat)
540161 | Zig:22   | Got a vibrating sapphire amulet
540162 | Zig:22   | Identified the amulet "Yggast" {Faith Int+4} (You found it on level 22 of a ziggurat)
540164 | Zig:22   | Identified Sif Muna's Compendium of Creation and Stolen Souls
540191 | Zig:22   | Identified Cetsuaq's Collected Works on Ice
540339 | Zig:23   | Entered Level 23 of a ziggurat
540402 | Zig:23   | Got a flickering jade ring
540863 | Zig:23   | Identified the ring "Wynojule" {rCorr +Blink rElec Str-3} (You found it on level 23 of a ziggurat)
540865 | Zig:23   | Identified the cursed +1 pearl dragon scales of the Wilderness {rElec rC+ rN+ Dex+2 SInv} (You found it on level 23 of a ziggurat)
540905 | Zig:24   | Entered Level 24 of a ziggurat
540930 | Zig:24   | Cast into level 3 of the Abyss (deep elf blademaster)
540930 | Abyss:3  | Found a corrupted altar of Lugonu.
540950 | Zig:24   | Escaped the Abyss
540982 | Zig:24   | Identified the cursed +2 eveningstar "Giantbane" {crush, +Fly Stlth+} (You found it on level 24 of a ziggurat)
540984 | Zig:24   | Got a crude lapis lazuli ring
540986 | Zig:24   | Identified the ring "Urhecs" {rN+ MR+ Str+2} (You found it on level 24 of a ziggurat)
541297 | Zig:24   | Got a warped jade ring
541298 | Zig:24   | Identified the ring "Uhel" {rPois rF++} (You found it on level 24 of a ziggurat)
541314 | Zig:24   | Got a wavering copper ring
541315 | Zig:24   | Identified the ring "Xeghaeni" {rElec Int+4 Dex+3} (You found it on level 24 of a ziggurat)
541324 | Zig:24   | Identified the Incunabulum of Weightlessness
541459 | Zig:24   | Identified the +0 pair of gloves "Saeptaq" {rC+++ Str+10 SInv} (You found it on level 24 of a ziggurat)
541486 | Zig:25   | Entered Level 25 of a ziggurat
541598 | Zig:25   | Got a translucent steel amulet
541599 | Zig:25   | Identified the amulet of Uvoes {Faith Str+4} (You found it on level 25 of a ziggurat)
541965 | Zig:25   | Identified the Incunabulum of Flying Battle Magic
541968 | Zig:26   | Entered Level 26 of a ziggurat
542068 | Zig:26   | Got a transparent tin amulet
542069 | Zig:26   | Identified the amulet "Woaps" {Regen+ Dex+3} (You found it on level 26 of a ziggurat)
542079 | Zig:26   | Got a crude garnet amulet
542080 | Zig:26   | Identified the amulet "Holl" {Reflect rF+ SH+6} (You found it on level 26 of a ziggurat)
542084 | Zig:26   | Got a warped iron ring
542086 | Zig:26   | Identified the ring of Departure {rElec MR+ MP+9} (You found it on level 26 of a ziggurat)
542090 | Zig:26   | Got a twitching bronze ring
542091 | Zig:26   | Identified the ring "Sytyot" {rF+ Str+5 Slay+2} (You found it on level 26 of a ziggurat)
542121 | Zig:26   | Got a brightly glowing graven amulet
542122 | Zig:26   | Identified the amulet "Unoene Galu" {Harm *Drain rPois SInv} (You found it on level 26 of a ziggurat)
542346 | Zig:26   | Identified the cursed +0 pair of boots of the Seven Moons {rN+} (You found it on level 26 of a ziggurat)
542362 | Zig:27   | Entered Level 27 of a ziggurat
542366 | Zig:27   | Noticed an ancient lich
542366 | Zig:27   | Noticed an ancient lich
542367 | Zig:27   | Noticed an ancient lich
542367 | Zig:27   | Noticed an ancient lich
542367 | Zig:27   | Noticed an ancient lich
542369 | Zig:27   | Noticed an ancient lich
542369 | Zig:27   | Noticed an ancient lich
542369 | Zig:27   | Noticed an ancient lich
542369 | Zig:27   | Noticed an ancient lich
542369 | Zig:27   | Killed an ancient lich
542369 | Zig:27   | Killed an ancient lich
542369 | Zig:27   | Killed an ancient lich
542369 | Zig:27   | Killed an ancient lich
542369 | Zig:27   | Killed an ancient lich
542370 | Zig:27   | Noticed an ancient lich
542370 | Zig:27   | Killed an ancient lich
542370 | Zig:27   | Killed an ancient lich
542370 | Zig:27   | Killed an ancient lich
542370 | Zig:27   | Killed an ancient lich
542371 | Zig:27   | Noticed an ancient lich
542372 | Zig:27   | Killed an ancient lich
542373 | Zig:27   | Noticed an ancient lich
542374 | Zig:27   | Noticed an ancient lich
542374 | Zig:27   | Noticed an ancient lich
542375 | Zig:27   | Noticed an ancient lich
542375 | Zig:27   | Noticed an ancient lich
542375 | Zig:27   | Noticed an ancient lich
542375 | Zig:27   | Noticed an ancient lich
542375 | Zig:27   | Noticed an ancient lich
542375 | Zig:27   | Killed an ancient lich
542376 | Zig:27   | Noticed an ancient lich
542376 | Zig:27   | Noticed an ancient lich
542376 | Zig:27   | Noticed an ancient lich
542376 | Zig:27   | Noticed an ancient lich
542376 | Zig:27   | Noticed an ancient lich
542376 | Zig:27   | Noticed an ancient lich
542376 | Zig:27   | Noticed an ancient lich
542376 | Zig:27   | Noticed an ancient lich
542376 | Zig:27   | Noticed an ancient lich
542376 | Zig:27   | Noticed an ancient lich
542376 | Zig:27   | Killed an ancient lich
542376 | Zig:27   | Killed an ancient lich
542376 | Zig:27   | Killed an ancient lich
542377 | Zig:27   | Noticed an ancient lich
542377 | Zig:27   | Noticed an ancient lich
542377 | Zig:27   | Noticed an ancient lich
542377 | Zig:27   | Noticed an ancient lich
542377 | Zig:27   | Noticed an ancient lich
542377 | Zig:27   | Noticed an ancient lich
542377 | Zig:27   | Noticed an ancient lich
542378 | Zig:27   | Noticed an ancient lich
542378 | Zig:27   | Noticed an ancient lich
542378 | Zig:27   | Noticed an ancient lich
542378 | Zig:27   | Noticed an ancient lich
542378 | Zig:27   | Noticed an ancient lich
542379 | Zig:27   | Noticed an ancient lich
542379 | Zig:27   | Noticed an ancient lich
542379 | Zig:27   | Killed an ancient lich
542379 | Zig:27   | Killed an ancient lich
542379 | Zig:27   | Killed an ancient lich
542379 | Zig:27   | Killed an ancient lich
542379 | Zig:27   | Killed an ancient lich
542379 | Zig:27   | Killed an ancient lich
542379 | Zig:27   | Killed an ancient lich
542379 | Zig:27   | Killed an ancient lich
542379 | Zig:27   | Killed an ancient lich
542379 | Zig:27   | Killed an ancient lich
542379 | Zig:27   | Killed an ancient lich
542379 | Zig:27   | Killed an ancient lich
542379 | Zig:27   | Killed an ancient lich
542379 | Zig:27   | Killed an ancient lich
542379 | Zig:27   | Killed an ancient lich
542379 | Zig:27   | Killed an ancient lich
542379 | Zig:27   | Killed an ancient lich
542379 | Zig:27   | Killed an ancient lich
542379 | Zig:27   | Killed an ancient lich
542379 | Zig:27   | Killed an ancient lich
542379 | Zig:27   | Killed an ancient lich
542380 | Zig:27   | Noticed an ancient lich
542380 | Zig:27   | Noticed an ancient lich
542380 | Zig:27   | Noticed an ancient lich
542380 | Zig:27   | Noticed an ancient lich
542380 | Zig:27   | Noticed an ancient lich
542380 | Zig:27   | Noticed an ancient lich
542380 | Zig:27   | Noticed an ancient lich
542380 | Zig:27   | Noticed an ancient lich
542381 | Zig:27   | Killed an ancient lich
542381 | Zig:27   | Killed an ancient lich
542381 | Zig:27   | Killed an ancient lich
542381 | Zig:27   | Killed an ancient lich
542381 | Zig:27   | Killed an ancient lich
542381 | Zig:27   | Killed an ancient lich
542381 | Zig:27   | Killed an ancient lich
542381 | Zig:27   | Killed an ancient lich
542382 | Zig:27   | Noticed an ancient lich
542383 | Zig:27   | Noticed an ancient lich
542383 | Zig:27   | Noticed an ancient lich
542383 | Zig:27   | Killed an ancient lich
542384 | Zig:27   | Noticed an ancient lich
542384 | Zig:27   | Killed an ancient lich
542384 | Zig:27   | Killed an ancient lich
542384 | Zig:27   | Killed an ancient lich
542385 | Zig:27   | Killed an ancient lich
542385 | Zig:27   | Killed an ancient lich
542386 | Zig:27   | Noticed an ancient lich
542386 | Zig:27   | Noticed an ancient lich
542386 | Zig:27   | Noticed an ancient lich
542386 | Zig:27   | Noticed an ancient lich
542386 | Zig:27   | Killed an ancient lich
542386 | Zig:27   | Killed an ancient lich
542386 | Zig:27   | Killed an ancient lich
542386 | Zig:27   | Killed an ancient lich
542386 | Zig:27   | Killed an ancient lich
542387 | Zig:27   | Noticed an ancient lich
542387 | Zig:27   | Noticed an ancient lich
542387 | Zig:27   | Noticed an ancient lich
542387 | Zig:27   | Noticed an ancient lich
542387 | Zig:27   | Noticed an ancient lich
542387 | Zig:27   | Noticed an ancient lich
542387 | Zig:27   | Noticed an ancient lich
542387 | Zig:27   | Noticed an ancient lich
542387 | Zig:27   | Noticed an ancient lich
542388 | Zig:27   | Noticed an ancient lich
542388 | Zig:27   | Noticed an ancient lich
542388 | Zig:27   | Noticed an ancient lich
542388 | Zig:27   | Noticed an ancient lich
542388 | Zig:27   | Noticed an ancient lich
542388 | Zig:27   | Noticed an ancient lich
542388 | Zig:27   | Noticed an ancient lich
542389 | Zig:27   | Noticed an ancient lich
542389 | Zig:27   | Noticed an ancient lich
542389 | Zig:27   | Killed an ancient lich
542389 | Zig:27   | Killed an ancient lich
542389 | Zig:27   | Killed an ancient lich
542389 | Zig:27   | Killed an ancient lich
542389 | Zig:27   | Killed an ancient lich
542389 | Zig:27   | Killed an ancient lich
542389 | Zig:27   | Killed an ancient lich
542389 | Zig:27   | Killed an ancient lich
542389 | Zig:27   | Killed an ancient lich
542389 | Zig:27   | Killed an ancient lich
542389 | Zig:27   | Killed an ancient lich
542389 | Zig:27   | Killed an ancient lich
542389 | Zig:27   | Killed an ancient lich
542389 | Zig:27   | Killed an ancient lich
542389 | Zig:27   | Killed an ancient lich
542390 | Zig:27   | Noticed an ancient lich
542390 | Zig:27   | Noticed an ancient lich
542392 | Zig:27   | Noticed an ancient lich
542392 | Zig:27   | Noticed an ancient lich
542392 | Zig:27   | Noticed an ancient lich
542392 | Zig:27   | Noticed an ancient lich
542392 | Zig:27   | Killed an ancient lich
542393 | Zig:27   | Noticed an ancient lich
542393 | Zig:27   | Noticed an ancient lich
542393 | Zig:27   | Killed an ancient lich
542393 | Zig:27   | Killed an ancient lich
542394 | Zig:27   | Noticed an ancient lich
542394 | Zig:27   | Killed an ancient lich
542394 | Zig:27   | Killed an ancient lich
542394 | Zig:27   | Killed an ancient lich
542394 | Zig:27   | Killed an ancient lich
542394 | Zig:27   | Killed an ancient lich
542395 | Zig:27   | Noticed an ancient lich
542395 | Zig:27   | Noticed an ancient lich
542396 | Zig:27   | Noticed an ancient lich
542396 | Zig:27   | Noticed an ancient lich
542396 | Zig:27   | Noticed an ancient lich
542396 | Zig:27   | Killed an ancient lich
542396 | Zig:27   | Killed an ancient lich
542396 | Zig:27   | Killed an ancient lich
542396 | Zig:27   | Killed an ancient lich
542396 | Zig:27   | Killed an ancient lich
542397 | Zig:27   | Noticed an ancient lich
542397 | Zig:27   | Noticed an ancient lich
542397 | Zig:27   | Noticed an ancient lich
542397 | Zig:27   | Noticed an ancient lich
542397 | Zig:27   | Noticed an ancient lich
542397 | Zig:27   | Noticed an ancient lich
542397 | Zig:27   | Noticed an ancient lich
542397 | Zig:27   | Killed an ancient lich
542398 | Zig:27   | Noticed an ancient lich
542399 | Zig:27   | Noticed an ancient lich
542399 | Zig:27   | Killed an ancient lich
542399 | Zig:27   | Killed an ancient lich
542399 | Zig:27   | Killed an ancient lich
542399 | Zig:27   | Killed an ancient lich
542399 | Zig:27   | Killed an ancient lich
542399 | Zig:27   | Killed an ancient lich
542399 | Zig:27   | Killed an ancient lich
542399 | Zig:27   | Killed an ancient lich
542399 | Zig:27   | Killed an ancient lich
542399 | Zig:27   | Killed an ancient lich
542399 | Zig:27   | Killed an ancient lich
542399 | Zig:27   | Killed an ancient lich
542400 | Zig:27   | Noticed an ancient lich
542400 | Zig:27   | Killed an ancient lich
542400 | Zig:27   | Killed an ancient lich
542400 | Zig:27   | Killed an ancient lich
542400 | Zig:27   | Killed an ancient lich
542401 | Zig:27   | Noticed an ancient lich
542401 | Zig:27   | Noticed an ancient lich
542403 | Zig:27   | Killed an ancient lich
542404 | Zig:27   | Killed an ancient lich
542406 | Zig:27   | Noticed an ancient lich
542406 | Zig:27   | Noticed an ancient lich
542406 | Zig:27   | Noticed an ancient lich
542406 | Zig:27   | Noticed an ancient lich
542406 | Zig:27   | Noticed an ancient lich
542406 | Zig:27   | Killed an ancient lich
542406 | Zig:27   | Killed an ancient lich
542407 | Zig:27   | Noticed an ancient lich
542407 | Zig:27   | Noticed an ancient lich
542408 | Zig:27   | Noticed an ancient lich
542408 | Zig:27   | Noticed an ancient lich
542409 | Zig:27   | Noticed an ancient lich
542409 | Zig:27   | Noticed an ancient lich
542409 | Zig:27   | Noticed an ancient lich
542410 | Zig:27   | Killed an ancient lich
542410 | Zig:27   | Killed an ancient lich
542410 | Zig:27   | Killed an ancient lich
542410 | Zig:27   | Killed an ancient lich
542410 | Zig:27   | Killed an ancient lich
542410 | Zig:27   | Killed an ancient lich
542410 | Zig:27   | Killed an ancient lich
542411 | Zig:27   | Noticed an ancient lich
542412 | Zig:27   | Noticed an ancient lich
542414 | Zig:27   | Killed an ancient lich
542415 | Zig:27   | Noticed an ancient lich
542415 | Zig:27   | Noticed an ancient lich
542415 | Zig:27   | Killed an ancient lich
542416 | Zig:27   | Noticed an ancient lich
542416 | Zig:27   | Killed an ancient lich
542416 | Zig:27   | Killed an ancient lich
542417 | Zig:27   | Noticed an ancient lich
542417 | Zig:27   | Noticed an ancient lich
542417 | Zig:27   | Noticed an ancient lich
542417 | Zig:27   | Noticed an ancient lich
542417 | Zig:27   | Noticed an ancient lich
542417 | Zig:27   | Noticed an ancient lich
542417 | Zig:27   | Killed an ancient lich
542417 | Zig:27   | Killed an ancient lich
542418 | Zig:27   | Noticed an ancient lich
542418 | Zig:27   | Killed an ancient lich
542418 | Zig:27   | Killed an ancient lich
542418 | Zig:27   | Killed an ancient lich
542418 | Zig:27   | Killed an ancient lich
542419 | Zig:27   | Noticed an ancient lich
542419 | Zig:27   | Noticed an ancient lich
542420 | Zig:27   | Noticed an ancient lich
542420 | Zig:27   | Killed an ancient lich
542420 | Zig:27   | Killed an ancient lich
542420 | Zig:27   | Killed an ancient lich
542420 | Zig:27   | Killed an ancient lich
542420 | Zig:27   | Killed an ancient lich
542420 | Zig:27   | Killed an ancient lich
542420 | Zig:27   | Killed an ancient lich
542420 | Zig:27   | Killed an ancient lich
542420 | Zig:27   | Killed an ancient lich
542421 | Zig:27   | Noticed an ancient lich
542422 | Zig:27   | Noticed an ancient lich
542423 | Zig:27   | Killed an ancient lich
542425 | Zig:27   | Killed an ancient lich
542425 | Zig:27   | Killed an ancient lich
542426 | Zig:27   | Noticed an ancient lich
542426 | Zig:27   | Noticed an ancient lich
542426 | Zig:27   | Noticed an ancient lich
542426 | Zig:27   | Noticed an ancient lich
542427 | Zig:27   | Killed an ancient lich
542429 | Zig:27   | Killed an ancient lich
542429 | Zig:27   | Killed an ancient lich
542429 | Zig:27   | Killed an ancient lich
542441 | Zig:27   | Identified the Papyrus of Talismans and the Blaze
542458 | Zig:27   | Got a scorched lapis lazuli ring
542460 | Zig:27   | Identified the cursed ring of Pumieda {Str+2 Int-2} (You found it on level 27 of a ziggurat)
542466 | Zig:27   | Got a scorched granite ring
542474 | Zig:27   | Identified the ring of the Magpie {MR+ Str+2 Dex+4} (You found it on level 27 of a ziggurat)
542497 | Zig:27   | Got a fine lapis lazuli ring
542498 | Zig:27   | Identified the ring of Xom's Amusement {-Tele rElec Int+7 Stlth-} (You found it on level 27 of a ziggurat)
542505 | Zig:27   | Got a pitted platinum ring
542506 | Zig:27   | Identified the ring "Mothac" {+Fly EV+5 Dex+4 Slay+2} (You found it on level 27 of a ziggurat)
542547 | Zig:27   | Got a warped bronze ring
542577 | Zig:27   | Got a brightly glowing platinum ring
542578 | Zig:27   | Identified the ring of Xieceimn {Ice +Fly MR- Str+4 SInv} (You found it on level 27 of a ziggurat)
542581 | Zig:27   | Identified the ring of Juiraum {rElec EV+1} (You found it on level 27 of a ziggurat)
542594 | Zig:27   | Identified the Compendium of the Lucky Voyage
542758 | Zig:27   | Identified the Tome of the Spatial Escort
542790 | Depths:2 | Identified the +3 crystal plate armour "Veezuim" {Stlth+} (You acquired it on level 2 of the Depths)
542791 | Depths:2 | Identified the +0 pearl dragon scales of the Eternal Void {rPois rF+ rN+ Str+7 Int+4} (You acquired it on level 2 of the Depths)
542792 | Depths:2 | Identified the +1 hat "Bijeenarph" {rC+ Dex+3} (You acquired it on level 2 of the Depths)
542793 | Depths:2 | Identified the +3 plate armour of Heirha {rF+ rC++} (You acquired it on level 2 of the Depths)
542887 | Zig:1    | Entered Level 1 of a ziggurat
542939 | Zig:2    | Entered Level 2 of a ziggurat
543020 | Zig:3    | Entered Level 3 of a ziggurat
543304 | Zig:4    | Entered Level 4 of a ziggurat
543320 | Zig:4    | Noticed Pubil the pandemonium lord
543329 | Zig:4    | Killed Pubil the pandemonium lord
543381 | Zig:5    | Entered Level 5 of a ziggurat
543381 | Zig:5    | Noticed Odapeora the pandemonium lord
543381 | Zig:5    | Noticed Muodetz the pandemonium lord
543381 | Zig:5    | Noticed Romicuub the pandemonium lord
543381 | Zig:5    | Noticed Pafu the pandemonium lord
543381 | Zig:5    | Noticed Quyguana the pandemonium lord
543381 | Zig:5    | Noticed Omnojuac the pandemonium lord
543381 | Zig:5    | Noticed Foerchyu the pandemonium lord
543381 | Zig:5    | Noticed Bufiss the pandemonium lord
543381 | Zig:5    | Noticed Fyn Lalom the pandemonium lord
543381 | Zig:5    | Noticed Wokygh the pandemonium lord
543381 | Zig:5    | Noticed Ituagoy the pandemonium lord
543381 | Zig:5    | Noticed Adwussin the pandemonium lord
543381 | Zig:5    | Noticed Anwo the pandemonium lord
543381 | Zig:5    | Noticed Riumasir the pandemonium lord
543383 | Zig:5    | Noticed Hiujat the pandemonium lord
543384 | Zig:5    | Noticed Xuowownob the pandemonium lord
543385 | Zig:5    | Killed Odapeora the pandemonium lord
543385 | Zig:5    | Killed Wokygh the pandemonium lord
543385 | Zig:5    | Killed Uhantan the pandemonium lord
543385 | Zig:5    | Killed Adwussin the pandemonium lord
543385 | Zig:5    | Killed Pafu the pandemonium lord
543385 | Zig:5    | Killed Ituagoy the pandemonium lord
543386 | Zig:5    | Killed Omnojuac the pandemonium lord
543386 | Zig:5    | Killed Bufiss the pandemonium lord
543386 | Zig:5    | Killed Riumasir the pandemonium lord
543386 | Zig:5    | Killed Romicuub the pandemonium lord
543387 | Zig:5    | Noticed Obbep the pandemonium lord
543387 | Zig:5    | Noticed Derez the pandemonium lord
543387 | Zig:5    | Killed Derez the pandemonium lord
543387 | Zig:5    | Killed Xuowownob the pandemonium lord
543387 | Zig:5    | Killed Cierghu the pandemonium lord
543387 | Zig:5    | Killed Quyguana the pandemonium lord
543388 | Zig:5    | Noticed Nooj the pandemonium lord
543388 | Zig:5    | Noticed Tupnaoc the pandemonium lord
543390 | Zig:5    | Killed Obbep the pandemonium lord
543390 | Zig:5    | Killed Weir the pandemonium lord
543390 | Zig:5    | Killed Fyn Lalom the pandemonium lord
543392 | Zig:5    | Killed Muodetz the pandemonium lord
543392 | Zig:5    | Killed Viteaffa the pandemonium lord
543392 | Zig:5    | Killed Vayx the pandemonium lord
543394 | Zig:5    | Noticed Umetoi the pandemonium lord
543395 | Zig:5    | Noticed Pymicod the pandemonium lord
543396 | Zig:5    | Noticed Fonaobbu the pandemonium lord
543398 | Zig:5    | Noticed Ycronkab the pandemonium lord
543398 | Zig:5    | Killed Pymicod the pandemonium lord
543398 | Zig:5    | Killed Tupnaoc the pandemonium lord
543399 | Zig:5    | Killed Umetoi the pandemonium lord
543399 | Zig:5    | Killed Foerchyu the pandemonium lord
543399 | Zig:5    | Killed Hiujat the pandemonium lord
543399 | Zig:5    | Killed Fonaobbu the pandemonium lord
543399 | Zig:5    | Killed Anwo the pandemonium lord
543400 | Zig:5    | Noticed Tenking the pandemonium lord
543400 | Zig:5    | Noticed Teung the pandemonium lord
543401 | Zig:5    | Killed Ycronkab the pandemonium lord
543402 | Zig:5    | Noticed Wussenk the pandemonium lord
543402 | Zig:5    | Noticed Hint the pandemonium lord
543402 | Zig:5    | Killed Nooj the pandemonium lord
543403 | Zig:5    | Noticed Adaliul the pandemonium lord
543403 | Zig:5    | Killed Wussenk the pandemonium lord
543405 | Zig:5    | Noticed Xihosk the pandemonium lord
543405 | Zig:5    | Killed Hint the pandemonium lord
543407 | Zig:5    | Noticed Ongiefyto the pandemonium lord
543408 | Zig:5    | Noticed Fommal the pandemonium lord
543409 | Zig:5    | Noticed Tuweitatz the pandemonium lord
543409 | Zig:5    | Killed Teung the pandemonium lord
543409 | Zig:5    | Killed Xihosk the pandemonium lord
543409 | Zig:5    | Killed Tenking the pandemonium lord
543411 | Zig:5    | Noticed Hompem the pandemonium lord
543414 | Zig:5    | Killed Hompem the pandemonium lord
543414 | Zig:5    | Killed Adaliul the pandemonium lord
543414 | Zig:5    | Killed Fommal the pandemonium lord
543416 | Zig:5    | Killed Tuweitatz the pandemonium lord
543416 | Zig:5    | Killed Ongiefyto the pandemonium lord
543441 | Zig:5    | Got a wavering bronze ring
543448 | Zig:5    | Identified the ring "Vakhlargh" {+Fly Str+3 Int-5 Dex+10} (You found it on level 5 of a ziggurat)
543498 | Zig:6    | Entered Level 6 of a ziggurat
543527 | Zig:6    | Identified the +0 pair of gloves of Uskayaw's Pride {rC- rN+ Str-2 Dex+8} (You found it on level 6 of a ziggurat)
543600 | Zig:7    | Entered Level 7 of a ziggurat
543699 | Zig:8    | Entered Level 8 of a ziggurat
543699 | Zig:8    | Noticed an ancient lich
543699 | Zig:8    | Noticed an ancient lich
543699 | Zig:8    | Noticed an ancient lich
543699 | Zig:8    | Noticed an ancient lich
543700 | Zig:8    | Killed an ancient lich
543701 | Zig:8    | Noticed an ancient lich
543701 | Zig:8    | Killed an ancient lich
543701 | Zig:8    | Killed an ancient lich
543701 | Zig:8    | Killed an ancient lich
543702 | Zig:8    | Noticed an ancient lich
543702 | Zig:8    | Noticed an ancient lich
543702 | Zig:8    | Noticed an ancient lich
543702 | Zig:8    | Noticed an ancient lich
543703 | Zig:8    | Killed an ancient lich
543704 | Zig:8    | Noticed an ancient lich
543704 | Zig:8    | Killed an ancient lich
543704 | Zig:8    | Killed an ancient lich
543704 | Zig:8    | Killed an ancient lich
543705 | Zig:8    | Killed an ancient lich
543706 | Zig:8    | Noticed an ancient lich
543707 | Zig:8    | Noticed an ancient lich
543707 | Zig:8    | Noticed an ancient lich
543707 | Zig:8    | Killed an ancient lich
543710 | Zig:8    | Killed an ancient lich
543710 | Zig:8    | Killed an ancient lich
543712 | Zig:8    | Killed an ancient lich
543720 | Zig:8    | Identified the +0 pair of boots of Instinct {rCorr Str+2 Int+4} (You found it on level 8 of a ziggurat)
543795 | Zig:9    | Entered Level 9 of a ziggurat
543956 | Zig:10   | Entered Level 10 of a ziggurat
543956 | Zig:10   | Noticed an ancient lich
543956 | Zig:10   | Noticed an ancient lich
543956 | Zig:10   | Noticed an ancient lich
543956 | Zig:10   | Noticed an ancient lich
543957 | Zig:10   | Killed an ancient lich
543957 | Zig:10   | Killed an ancient lich
543958 | Zig:10   | Noticed an ancient lich
543958 | Zig:10   | Noticed an ancient lich
543958 | Zig:10   | Killed an ancient lich
543958 | Zig:10   | Killed an ancient lich
543958 | Zig:10   | Killed an ancient lich
543958 | Zig:10   | Killed an ancient lich
543962 | Zig:10   | Noticed an ancient lich
543963 | Zig:10   | Noticed an ancient lich
543963 | Zig:10   | Noticed an ancient lich
543964 | Zig:10   | Noticed an ancient lich
543965 | Zig:10   | Noticed an ancient lich
543965 | Zig:10   | Noticed an ancient lich
543965 | Zig:10   | Noticed an ancient lich
543965 | Zig:10   | Noticed an ancient lich
543966 | Zig:10   | Killed an ancient lich
543966 | Zig:10   | Killed an ancient lich
543966 | Zig:10   | Killed an ancient lich
543966 | Zig:10   | Killed an ancient lich
543966 | Zig:10   | Killed an ancient lich
543967 | Zig:10   | Noticed an ancient lich
543967 | Zig:10   | Noticed an ancient lich
543969 | Zig:10   | Killed an ancient lich
543969 | Zig:10   | Killed an ancient lich
543969 | Zig:10   | Killed an ancient lich
543970 | Zig:10   | Noticed an ancient lich
543970 | Zig:10   | Killed an ancient lich
543971 | Zig:10   | Killed an ancient lich
543972 | Zig:10   | Noticed an ancient lich
543972 | Zig:10   | Noticed an ancient lich
543973 | Zig:10   | Noticed an ancient lich
543973 | Zig:10   | Killed an ancient lich
543973 | Zig:10   | Killed an ancient lich
543975 | Zig:10   | Killed an ancient lich
543980 | Zig:10   | Killed an ancient lich
543985 | Zig:10   | Identified the +4 broad axe of Division {speed, MR+ Int+2 Dex-4} (You found it on level 10 of a ziggurat)
543989 | Zig:10   | Got a scorched tin ring
543991 | Zig:10   | Identified the ring of the Furies {rN+ MR+ Dex+2} (You found it on level 10 of a ziggurat)
544072 | Zig:11   | Entered Level 11 of a ziggurat
544072 | Zig:11   | Noticed Jiacepu the pandemonium lord
544072 | Zig:11   | Noticed Guodime the pandemonium lord
544072 | Zig:11   | Noticed Enes the pandemonium lord
544072 | Zig:11   | Noticed Vixy the pandemonium lord
544072 | Zig:11   | Noticed Somm the pandemonium lord
544072 | Zig:11   | Noticed Gischuq the pandemonium lord
544072 | Zig:11   | Noticed Hatseefi the pandemonium lord
544072 | Zig:11   | Noticed Amoawn the pandemonium lord
544072 | Zig:11   | Noticed Ytyntife the pandemonium lord
544072 | Zig:11   | Noticed Tatoihod the pandemonium lord
544072 | Zig:11   | Noticed Nish the pandemonium lord
544072 | Zig:11   | Noticed Boruselir the pandemonium lord
544072 | Zig:11   | Noticed Duint the pandemonium lord
544072 | Zig:11   | Noticed Ilalluu the pandemonium lord
544072 | Zig:11   | Noticed Oqisisiu the pandemonium lord
544072 | Zig:11   | Noticed Muihos the pandemonium lord
544072 | Zig:11   | Noticed Vouqupo the pandemonium lord
544072 | Zig:11   | Noticed Xotoqi Kize the pandemonium lord
544072 | Zig:11   | Noticed Hehipn the pandemonium lord
544072 | Zig:11   | Noticed Coamm the pandemonium lord
544072 | Zig:11   | Noticed Buplom the pandemonium lord
544072 | Zig:11   | Noticed Sakhirig the pandemonium lord
544072 | Zig:11   | Noticed Lifomoaf the pandemonium lord
544072 | Zig:11   | Noticed Ceub the pandemonium lord
544072 | Zig:11   | Noticed Veelim the pandemonium lord
544072 | Zig:11   | Noticed Lim Coso the pandemonium lord
544072 | Zig:11   | Noticed Xem Sieb the pandemonium lord
544074 | Zig:11   | Noticed Varhilaj the pandemonium lord
544074 | Zig:11   | Noticed Vouw the pandemonium lord
544075 | Zig:11   | Noticed Coic the pandemonium lord
544075 | Zig:11   | Noticed Nuari the pandemonium lord
544075 | Zig:11   | Killed Coamm the pandemonium lord
544077 | Zig:11   | Noticed Hiamev the pandemonium lord
544077 | Zig:11   | Killed Duint the pandemonium lord
544077 | Zig:11   | Killed Buplom the pandemonium lord
544078 | Zig:11   | Noticed Zeqe the pandemonium lord
544078 | Zig:11   | Noticed Neuxikhla the pandemonium lord
544078 | Zig:11   | Killed Veelim the pandemonium lord
544078 | Zig:11   | Killed Ytyntife the pandemonium lord
544078 | Zig:11   | Killed Gischuq the pandemonium lord
544078 | Zig:11   | Killed Lim Coso the pandemonium lord
544079 | Zig:11   | Killed Hehipn the pandemonium lord
544079 | Zig:11   | Killed Sakhirig the pandemonium lord
544079 | Zig:11   | Killed Vouqupo the pandemonium lord
544079 | Zig:11   | Killed Xem Sieb the pandemonium lord
544079 | Zig:11   | Killed Hatseefi the pandemonium lord
544079 | Zig:11   | Killed Oqisisiu the pandemonium lord
544079 | Zig:11   | Killed Boruselir the pandemonium lord
544079 | Zig:11   | Killed Guodime the pandemonium lord
544079 | Zig:11   | Killed Enes the pandemonium lord
544079 | Zig:11   | Killed Varhilaj the pandemonium lord
544080 | Zig:11   | Killed Ilalluu the pandemonium lord
544081 | Zig:11   | Noticed Xovodd the pandemonium lord
544081 | Zig:11   | Noticed Itoalej the pandemonium lord
544082 | Zig:11   | Noticed Uggup the pandemonium lord
544082 | Zig:11   | Noticed Paeb the pandemonium lord
544082 | Zig:11   | Noticed Heceg the pandemonium lord
544083 | Zig:11   | Killed Hiamev the pandemonium lord
544083 | Zig:11   | Killed Lifomoaf the pandemonium lord
544083 | Zig:11   | Killed Nish the pandemonium lord
544084 | Zig:11   | Killed Paeb the pandemonium lord
544084 | Zig:11   | Killed Xotoqi Kize the pandemonium lord
544084 | Zig:11   | Killed Coic the pandemonium lord
544084 | Zig:11   | Killed Itoalej the pandemonium lord
544084 | Zig:11   | Killed Xovodd the pandemonium lord
544084 | Zig:11   | Killed Jiacepu the pandemonium lord
544087 | Zig:11   | Killed Ceub the pandemonium lord
544087 | Zig:11   | Killed Uggup the pandemonium lord
544087 | Zig:11   | Killed Vouw the pandemonium lord
544088 | Zig:11   | Noticed Edamushra the pandemonium lord
544088 | Zig:11   | Killed Muihos the pandemonium lord
544088 | Zig:11   | Killed Amoawn the pandemonium lord
544088 | Zig:11   | Killed Zeqe the pandemonium lord
544088 | Zig:11   | Killed Vixy the pandemonium lord
544088 | Zig:11   | Killed Nuari the pandemonium lord
544088 | Zig:11   | Killed Edamushra the pandemonium lord
544088 | Zig:11   | Killed Neuxikhla the pandemonium lord
544090 | Zig:11   | Noticed Guirroestra the pandemonium lord
544091 | Zig:11   | Noticed Kerr the pandemonium lord
544092 | Zig:11   | Noticed Vihius the pandemonium lord
544092 | Zig:11   | Noticed Kaathiy the pandemonium lord
544092 | Zig:11   | Killed Tatoihod the pandemonium lord
544092 | Zig:11   | Killed Heceg the pandemonium lord
544092 | Zig:11   | Killed Daaso the pandemonium lord
544095 | Zig:11   | Noticed Piuhaihaic the pandemonium lord
544096 | Zig:11   | Killed Vyzali the pandemonium lord
544097 | Zig:11   | Noticed Egi Naaq the pandemonium lord
544097 | Zig:11   | Noticed Xerreffi the pandemonium lord
544097 | Zig:11   | Noticed Numejit the pandemonium lord
544097 | Zig:11   | Killed Somm the pandemonium lord
544097 | Zig:11   | Killed Egi Naaq the pandemonium lord
544098 | Zig:11   | Noticed Resm the pandemonium lord
544098 | Zig:11   | Killed Resm the pandemonium lord
544099 | Zig:11   | Noticed Ganouv the pandemonium lord
544100 | Zig:11   | Killed Kaathiy the pandemonium lord
544101 | Zig:11   | Noticed Serghuev the pandemonium lord
544101 | Zig:11   | Noticed Vopolok the pandemonium lord
544101 | Zig:11   | Noticed Extir the pandemonium lord
544101 | Zig:11   | Noticed Vaod Ifa the pandemonium lord
544101 | Zig:11   | Killed Numejit the pandemonium lord
544102 | Zig:11   | Killed Piuhaihaic the pandemonium lord
544102 | Zig:11   | Killed Guirroestra the pandemonium lord
544103 | Zig:11   | Noticed Giazyobb the pandemonium lord
544103 | Zig:11   | Noticed Jiariett the pandemonium lord
544103 | Zig:11   | Noticed Nuygh the pandemonium lord
544103 | Zig:11   | Noticed Inustreo the pandemonium lord
544103 | Zig:11   | Killed Vihius the pandemonium lord
544103 | Zig:11   | Killed Vopolok the pandemonium lord
544104 | Zig:11   | Noticed Olaxzear the pandemonium lord
544105 | Zig:11   | Noticed Vazxebyo the pandemonium lord
544106 | Zig:11   | Noticed Haasya the pandemonium lord
544106 | Zig:11   | Noticed Zaetac the pandemonium lord
544106 | Zig:11   | Noticed Pioroivy the pandemonium lord
544108 | Zig:11   | Noticed Votzegg the pandemonium lord
544109 | Zig:11   | Noticed Fimil the pandemonium lord
544109 | Zig:11   | Noticed Yhukur the pandemonium lord
544111 | Zig:11   | Killed Haasya the pandemonium lord
544111 | Zig:11   | Killed Kerr the pandemonium lord
544111 | Zig:11   | Killed Inustreo the pandemonium lord
544111 | Zig:11   | Killed Extir the pandemonium lord
544111 | Zig:11   | Killed Fimil the pandemonium lord
544112 | Zig:11   | Noticed Pugeogg the pandemonium lord
544112 | Zig:11   | Noticed Fytoinu the pandemonium lord
544112 | Zig:11   | Killed Vazxebyo the pandemonium lord
544113 | Zig:11   | Noticed Anecuaje the pandemonium lord
544113 | Zig:11   | Killed Pugeogg the pandemonium lord
544113 | Zig:11   | Killed Jiariett the pandemonium lord
544113 | Zig:11   | Killed Olaxzear the pandemonium lord
544113 | Zig:11   | Killed Wokeet Olay the pandemonium lord
544114 | Zig:11   | Killed Pioroivy the pandemonium lord
544114 | Zig:11   | Killed Serghuev the pandemonium lord
544115 | Zig:11   | Killed Anecuaje the pandemonium lord
544115 | Zig:11   | Killed Xerreffi the pandemonium lord
544115 | Zig:11   | Killed Fytoinu the pandemonium lord
544115 | Zig:11   | Killed Gagag the pandemonium lord
544115 | Zig:11   | Killed Yhukur the pandemonium lord
544115 | Zig:11   | Killed Fairih the pandemonium lord
544116 | Zig:11   | Noticed Evoi the pandemonium lord
544118 | Zig:11   | Noticed Arrudom the pandemonium lord
544118 | Zig:11   | Killed Zaetac the pandemonium lord
544118 | Zig:11   | Killed Pyci the pandemonium lord
544119 | Zig:11   | Noticed Zeiffuer the pandemonium lord
544121 | Zig:11   | Noticed Yxtaemeg the pandemonium lord
544121 | Zig:11   | Killed Evoi the pandemonium lord
544121 | Zig:11   | Killed Arrudom the pandemonium lord
544121 | Zig:11   | Killed Jihen the pandemonium lord
544122 | Zig:11   | Noticed Bohoed the pandemonium lord
544123 | Zig:11   | Noticed Caqept the pandemonium lord
544123 | Zig:11   | Killed Giazyobb the pandemonium lord
544123 | Zig:11   | Killed Zeiffuer the pandemonium lord
544123 | Zig:11   | Killed Ganouv the pandemonium lord
544123 | Zig:11   | Killed Yxtaemeg the pandemonium lord
544124 | Zig:11   | Killed Bohoed the pandemonium lord
544124 | Zig:11   | Killed Fumayst the pandemonium lord
544124 | Zig:11   | Killed Caqept the pandemonium lord
544125 | Zig:11   | Noticed Wehoa the pandemonium lord
544125 | Zig:11   | Killed Vaod Ifa the pandemonium lord
544126 | Zig:11   | Noticed Ybupnav the pandemonium lord
544127 | Zig:11   | Killed Nuygh the pandemonium lord
544127 | Zig:11   | Killed Votzegg the pandemonium lord
544128 | Zig:11   | Killed Boerph the pandemonium lord
544129 | Zig:11   | Killed Wehoa the pandemonium lord
544129 | Zig:11   | Killed Ybupnav the pandemonium lord
544129 | Zig:11   | Killed Fitusk the pandemonium lord
544130 | Zig:11   | Killed Ychoz the pandemonium lord
544132 | Zig:11   | Noticed Isurghude the pandemonium lord
544133 | Zig:11   | Noticed Dacone the pandemonium lord
544133 | Zig:11   | Noticed Dur Heets the pandemonium lord
544134 | Zig:11   | Noticed Beina Ruga the pandemonium lord
544135 | Zig:11   | Killed Dacone the pandemonium lord
544135 | Zig:11   | Killed Suoxykko the pandemonium lord
544136 | Zig:11   | Killed Isurghude the pandemonium lord
544137 | Zig:11   | Noticed Qiremu the pandemonium lord
544137 | Zig:11   | Killed Beina Ruga the pandemonium lord
544139 | Zig:11   | Noticed Foecli Tiono the pandemonium lord
544139 | Zig:11   | Noticed Wetwiumi the pandemonium lord
544139 | Zig:11   | Noticed Lonnoovugg the pandemonium lord
544140 | Zig:11   | Noticed Sugiynn the pandemonium lord
544140 | Zig:11   | Noticed Cyliape the pandemonium lord
544141 | Zig:11   | Noticed Giruoriy the pandemonium lord
544141 | Zig:11   | Killed Lonnoovugg the pandemonium lord
544142 | Zig:11   | Killed Sugiynn the pandemonium lord
544142 | Zig:11   | Killed Foecli Tiono the pandemonium lord
544142 | Zig:11   | Killed Cyliape the pandemonium lord
544142 | Zig:11   | Killed Qiremu the pandemonium lord
544143 | Zig:11   | Noticed Basisk the pandemonium lord
544144 | Zig:11   | Noticed Ipnar the pandemonium lord
544144 | Zig:11   | Killed Giruoriy the pandemonium lord
544150 | Zig:11   | Killed Dur Heets the pandemonium lord
544150 | Zig:11   | Killed Basisk the pandemonium lord
544150 | Zig:11   | Killed Wetwiumi the pandemonium lord
544151 | Zig:11   | Killed Ipnar the pandemonium lord
544192 | Zig:11   | Got a clouded tin ring
544194 | Zig:11   | Identified the ring "Reomem" {Ice MP-9 Int+5 Slay+4} (You found it on level 11 of a ziggurat)
544396 | Zig:12   | Entered Level 12 of a ziggurat
544421 | Zig:12   | Noticed Ycsokk the pandemonium lord
544437 | Zig:12   | Killed Ycsokk the pandemonium lord
544561 | Zig:13   | Entered Level 13 of a ziggurat
544561 | Zig:13   | Noticed Sittoxtewk the pandemonium lord
544561 | Zig:13   | Noticed Natieph the pandemonium lord
544561 | Zig:13   | Noticed Fup Queg the pandemonium lord
544561 | Zig:13   | Noticed Yjext the pandemonium lord
544561 | Zig:13   | Noticed Loogius the pandemonium lord
544561 | Zig:13   | Noticed Naopt the pandemonium lord
544561 | Zig:13   | Noticed Fostidyo the pandemonium lord
544561 | Zig:13   | Noticed Gogh the pandemonium lord
544561 | Zig:13   | Noticed Cukkaew the pandemonium lord
544561 | Zig:13   | Noticed Amibyxt the pandemonium lord
544561 | Zig:13   | Noticed Catirgh the pandemonium lord
544561 | Zig:13   | Noticed Tyggaint the pandemonium lord
544561 | Zig:13   | Noticed Ywoinirch the pandemonium lord
544561 | Zig:13   | Noticed Yptiom the pandemonium lord
544561 | Zig:13   | Noticed Keusaime the pandemonium lord
544561 | Zig:13   | Noticed Kott the pandemonium lord
544561 | Zig:13   | Noticed Eqoemeemm the pandemonium lord
544561 | Zig:13   | Noticed Bufoeb the pandemonium lord
544561 | Zig:13   | Noticed Esaenauc the pandemonium lord
544561 | Zig:13   | Noticed Ylad the pandemonium lord
544561 | Zig:13   | Noticed Cozxoufy the pandemonium lord
544561 | Zig:13   | Noticed Kicsunycw the pandemonium lord
544561 | Zig:13   | Noticed Kidgh the pandemonium lord
544561 | Zig:13   | Noticed Jeurr the pandemonium lord
544561 | Zig:13   | Noticed Xeagh the pandemonium lord
544561 | Zig:13   | Noticed Hozos the pandemonium lord
544561 | Zig:13   | Noticed Edeukufi the pandemonium lord
544561 | Zig:13   | Noticed Akaseila the pandemonium lord
544561 | Zig:13   | Noticed Tuteawk the pandemonium lord
544561 | Zig:13   | Noticed Niwacazxe the pandemonium lord
544561 | Zig:13   | Noticed Weojueni the pandemonium lord
544563 | Zig:13   | Noticed Rinynwue the pandemonium lord
544563 | Zig:13   | Noticed Urepnex the pandemonium lord
544566 | Zig:13   | Killed Jeurr the pandemonium lord
544567 | Zig:13   | Noticed Pokhom the pandemonium lord
544568 | Zig:13   | Killed Kicsunycw the pandemonium lord
544568 | Zig:13   | Killed Ylad the pandemonium lord
544568 | Zig:13   | Killed Niwacazxe the pandemonium lord
544569 | Zig:13   | Noticed Ziulir the pandemonium lord
544569 | Zig:13   | Noticed Zoqesk the pandemonium lord
544569 | Zig:13   | Noticed Eryaw the pandemonium lord
544569 | Zig:13   | Killed Bufoeb the pandemonium lord
544569 | Zig:13   | Killed Cozxoufy the pandemonium lord
544569 | Zig:13   | Killed Hozos the pandemonium lord
544569 | Zig:13   | Killed Yptiom the pandemonium lord
544569 | Zig:13   | Killed Eqoemeemm the pandemonium lord
544569 | Zig:13   | Killed Kott the pandemonium lord
544569 | Zig:13   | Killed Fostidyo the pandemonium lord
544569 | Zig:13   | Killed Kidgh the pandemonium lord
544569 | Zig:13   | Killed Xeagh the pandemonium lord
544570 | Zig:13   | Noticed Goypion the pandemonium lord
544571 | Zig:13   | Noticed Fejoag the pandemonium lord
544571 | Zig:13   | Noticed Riov the pandemonium lord
544571 | Zig:13   | Noticed Omuba the pandemonium lord
544571 | Zig:13   | Noticed Kula the pandemonium lord
544573 | Zig:13   | Killed Akaseila the pandemonium lord
544573 | Zig:13   | Killed Tuteawk the pandemonium lord
544573 | Zig:13   | Killed Natieph the pandemonium lord
544574 | Zig:13   | Killed Keusaime the pandemonium lord
544574 | Zig:13   | Killed Urepnex the pandemonium lord
544574 | Zig:13   | Killed Naopt the pandemonium lord
544574 | Zig:13   | Killed Yjext the pandemonium lord
544574 | Zig:13   | Killed Fup Queg the pandemonium lord
544574 | Zig:13   | Killed Gogh the pandemonium lord
544575 | Zig:13   | Noticed Sefuonu the pandemonium lord
544576 | Zig:13   | Noticed Juutidea the pandemonium lord
544576 | Zig:13   | Killed Ziulir the pandemonium lord
544577 | Zig:13   | Noticed Veffajikk the pandemonium lord
544577 | Zig:13   | Killed Omuba the pandemonium lord
544577 | Zig:13   | Killed Goypion the pandemonium lord
544577 | Zig:13   | Killed Amibyxt the pandemonium lord
544577 | Zig:13   | Killed Catirgh the pandemonium lord
544577 | Zig:13   | Killed Esaenauc the pandemonium lord
544578 | Zig:13   | Noticed Nenocruo the pandemonium lord
544581 | Zig:13   | Noticed Musum the pandemonium lord
544581 | Zig:13   | Killed Sittoxtewk the pandemonium lord
544582 | Zig:13   | Noticed Comeneat the pandemonium lord
544582 | Zig:13   | Noticed Liggoj the pandemonium lord
544582 | Zig:13   | Noticed Bolu the pandemonium lord
544582 | Zig:13   | Killed Zoqesk the pandemonium lord
544582 | Zig:13   | Killed Cukkaew the pandemonium lord
544583 | Zig:13   | Killed Pokhom the pandemonium lord
544583 | Zig:13   | Killed Riov the pandemonium lord
544583 | Zig:13   | Killed Edeukufi the pandemonium lord
544584 | Zig:13   | Killed Loogius the pandemonium lord
544585 | Zig:13   | Noticed Odosheyhu the pandemonium lord
544585 | Zig:13   | Noticed Juril the pandemonium lord
544585 | Zig:13   | Noticed Nilirgh the pandemonium lord
544585 | Zig:13   | Noticed Bafaytank the pandemonium lord
544586 | Zig:13   | Noticed Nuits the pandemonium lord
544586 | Zig:13   | Noticed Xeiclunt the pandemonium lord
544587 | Zig:13   | Noticed Ytwa the pandemonium lord
544587 | Zig:13   | Noticed Diadiydi the pandemonium lord
544587 | Zig:13   | Noticed Vohegres the pandemonium lord
544588 | Zig:13   | Noticed Uteso the pandemonium lord
544588 | Zig:13   | Killed Rinynwue the pandemonium lord
544588 | Zig:13   | Killed Bolu the pandemonium lord
544588 | Zig:13   | Killed Musum the pandemonium lord
544589 | Zig:13   | Noticed Nuittiq the pandemonium lord
544591 | Zig:13   | Noticed Ynysm the pandemonium lord
544591 | Zig:13   | Killed Vohegres the pandemonium lord
544592 | Zig:13   | Noticed Kyefraon the pandemonium lord
544592 | Zig:13   | Noticed Ohomed the pandemonium lord
544592 | Zig:13   | Killed Eryaw the pandemonium lord
544592 | Zig:13   | Killed Rusafiecza the pandemonium lord
544592 | Zig:13   | Killed Ywoinirch the pandemonium lord
544592 | Zig:13   | Killed Juril the pandemonium lord
544592 | Zig:13   | Killed Ynysm the pandemonium lord
544592 | Zig:13   | Killed Fejoag the pandemonium lord
544592 | Zig:13   | Killed Nuits the pandemonium lord
544593 | Zig:13   | Noticed Yror the pandemonium lord
544593 | Zig:13   | Killed Odosheyhu the pandemonium lord
544593 | Zig:13   | Killed Veffajikk the pandemonium lord
544594 | Zig:13   | Noticed Esavif the pandemonium lord
544594 | Zig:13   | Killed Nilirgh the pandemonium lord
544594 | Zig:13   | Killed Liggoj the pandemonium lord
544596 | Zig:13   | Noticed Guzi the pandemonium lord
544596 | Zig:13   | Noticed Iwowix the pandemonium lord
544596 | Zig:13   | Noticed Bafrais the pandemonium lord
544596 | Zig:13   | Noticed Pavy the pandemonium lord
544596 | Zig:13   | Killed Bafaytank the pandemonium lord
544596 | Zig:13   | Killed Comeneat the pandemonium lord
544596 | Zig:13   | Killed Sefuonu the pandemonium lord
544597 | Zig:13   | Noticed Byna the pandemonium lord
544597 | Zig:13   | Noticed Nups the pandemonium lord
544597 | Zig:13   | Noticed Hestreuf the pandemonium lord
544597 | Zig:13   | Noticed Zeerghufi the pandemonium lord
544597 | Zig:13   | Killed Uteso the pandemonium lord
544597 | Zig:13   | Killed Xeiclunt the pandemonium lord
544597 | Zig:13   | Killed Nups the pandemonium lord
544597 | Zig:13   | Killed Guzi the pandemonium lord
544597 | Zig:13   | Killed Yror the pandemonium lord
544597 | Zig:13   | Killed Nuittiq the pandemonium lord
544597 | Zig:13   | Killed Iwowix the pandemonium lord
544597 | Zig:13   | Killed Nenocruo the pandemonium lord
544598 | Zig:13   | Noticed Mopyly the pandemonium lord
544599 | Zig:13   | Noticed Qiwnaseh the pandemonium lord
544599 | Zig:13   | Noticed Alecol the pandemonium lord
544599 | Zig:13   | Noticed Mopohiedo the pandemonium lord
544600 | Zig:13   | Noticed Wosixom the pandemonium lord
544600 | Zig:13   | Noticed Bogyaff the pandemonium lord
544600 | Zig:13   | Noticed Zaemos the pandemonium lord
544600 | Zig:13   | Killed Kyefraon the pandemonium lord
544600 | Zig:13   | Killed Pavy the pandemonium lord
544600 | Zig:13   | Killed Bafrais the pandemonium lord
544600 | Zig:13   | Killed Bogyaff the pandemonium lord
544601 | Zig:13   | Noticed Dejuu the pandemonium lord
544601 | Zig:13   | Killed Ohomed the pandemonium lord
544601 | Zig:13   | Killed Wosixom the pandemonium lord
544601 | Zig:13   | Killed Esavif the pandemonium lord
544601 | Zig:13   | Killed Etuucano the pandemonium lord
544602 | Zig:13   | Noticed Mayw the pandemonium lord
544602 | Zig:13   | Killed Hestreuf the pandemonium lord
544603 | Zig:13   | Noticed Oheim the pandemonium lord
544604 | Zig:13   | Noticed Gablomela the pandemonium lord
544604 | Zig:13   | Killed Mopyly the pandemonium lord
544604 | Zig:13   | Killed Zaemos the pandemonium lord
544604 | Zig:13   | Killed Mayw the pandemonium lord
544604 | Zig:13   | Killed Zeerghufi the pandemonium lord
544604 | Zig:13   | Killed Segy the pandemonium lord
544606 | Zig:13   | Noticed Cecekami the pandemonium lord
544606 | Zig:13   | Noticed Xesseitt the pandemonium lord
544606 | Zig:13   | Noticed Ettoherr the pandemonium lord
544606 | Zig:13   | Killed Qiwnaseh the pandemonium lord
544607 | Zig:13   | Killed Mopohiedo the pandemonium lord
544607 | Zig:13   | Cast into level 4 of the Abyss (Ytwa)
544611 | Abyss:4  | Found a corrupted altar of Lugonu.
544677 | Abyss:4  | Found a deep blue altar of Sif Muna.
544683 | Zig:13   | Escaped the Abyss
544683 | Zig:13   | Noticed Paromea the pandemonium lord
544683 | Zig:13   | Noticed Higeac the pandemonium lord
544683 | Zig:13   | Noticed Umauka the pandemonium lord
544683 | Zig:13   | Noticed Suifeh the pandemonium lord
544683 | Zig:13   | Noticed Lagure the pandemonium lord
544683 | Zig:13   | Noticed Solymahi the pandemonium lord
544684 | Zig:13   | Noticed Xukhy the pandemonium lord
544684 | Zig:13   | Noticed Yzuj the pandemonium lord
544684 | Zig:13   | Noticed Qeolatosk the pandemonium lord
544684 | Zig:13   | Noticed Iskouhag the pandemonium lord
544685 | Zig:13   | Noticed Satioforu the pandemonium lord
544686 | Zig:13   | Noticed Mekiqiost the pandemonium lord
544693 | Zig:13   | Killed Gablomela the pandemonium lord
544695 | Zig:13   | Killed Umauka the pandemonium lord
544696 | Zig:13   | Noticed Litoh the pandemonium lord
544697 | Zig:13   | Killed Xukhy the pandemonium lord
544697 | Zig:13   | Killed Juutidea the pandemonium lord
544697 | Zig:13   | Killed Paromea the pandemonium lord
544697 | Zig:13   | Killed Diadiydi the pandemonium lord
544697 | Zig:13   | Killed Cecekami the pandemonium lord
544697 | Zig:13   | Killed Dejuu the pandemonium lord
544697 | Zig:13   | Killed Ettoherr the pandemonium lord
544697 | Zig:13   | Killed Solymahi the pandemonium lord
544698 | Zig:13   | Killed Byna the pandemonium lord
544698 | Zig:13   | Killed Kula the pandemonium lord
544698 | Zig:13   | Killed Iskouhag the pandemonium lord
544699 | Zig:13   | Noticed Viesarir the pandemonium lord
544699 | Zig:13   | Noticed Bol Xen the pandemonium lord
544699 | Zig:13   | Killed Suifeh the pandemonium lord
544699 | Zig:13   | Killed Alecol the pandemonium lord
544699 | Zig:13   | Killed Lagure the pandemonium lord
544699 | Zig:13   | Killed Vuecasm the pandemonium lord
544699 | Zig:13   | Killed Ytwa the pandemonium lord
544699 | Zig:13   | Killed Litoh the pandemonium lord
544699 | Zig:13   | Killed Qeolatosk the pandemonium lord
544700 | Zig:13   | Killed Tyggaint the pandemonium lord
544700 | Zig:13   | Killed Higeac the pandemonium lord
544700 | Zig:13   | Killed Oheim the pandemonium lord
544700 | Zig:13   | Killed Satioforu the pandemonium lord
544700 | Zig:13   | Killed Yzuj the pandemonium lord
544701 | Zig:13   | Killed Bol Xen the pandemonium lord
544702 | Zig:13   | Noticed Tothyt the pandemonium lord
544702 | Zig:13   | Noticed Kuacub the pandemonium lord
544703 | Zig:13   | Noticed Henicimn the pandemonium lord
544704 | Zig:13   | Killed Henicimn the pandemonium lord
544704 | Zig:13   | Killed Viesarir the pandemonium lord
544704 | Zig:13   | Killed Tothyt the pandemonium lord
544704 | Zig:13   | Killed Xesseitt the pandemonium lord
544705 | Zig:13   | Noticed Emneppyl the pandemonium lord
544706 | Zig:13   | Noticed Jyco the pandemonium lord
544710 | Zig:13   | Noticed Nymeidel the pandemonium lord
544711 | Zig:13   | Noticed Mero the pandemonium lord
544711 | Zig:13   | Killed Kuacub the pandemonium lord
544712 | Zig:13   | Killed Mekiqiost the pandemonium lord
544712 | Zig:13   | Killed Emneppyl the pandemonium lord
544713 | Zig:13   | Noticed Ymay the pandemonium lord
544716 | Zig:13   | Killed Jyco the pandemonium lord
544716 | Zig:13   | Killed Mero the pandemonium lord
544717 | Zig:13   | Killed Damevuel the pandemonium lord
544718 | Zig:13   | Killed Nymeidel the pandemonium lord
544718 | Zig:13   | Killed Ymay the pandemonium lord
544720 | Zig:13   | Killed Weojueni the pandemonium lord
544721 | Zig:13   | Noticed Ecinkalu the pandemonium lord
544722 | Zig:13   | Killed Fanu Hico the pandemonium lord
544723 | Zig:13   | Killed Ecinkalu the pandemonium lord
544763 | Zig:13   | Identified the cursed +1 steam dragon scales of Liberty {rC+} (You found it on level 13 of a ziggurat)
544769 | Zig:13   | Got a steaming copper amulet
544770 | Zig:13   | Identified the amulet of Rablurghe {Reflect MR+ SH+3 SInv} (You found it on level 13 of a ziggurat)
544795 | Zig:13   | Got a warped emerald amulet
544796 | Zig:13   | Identified the amulet "Cooda" {Fragile rF++ rN+ MR+ Regen+} (You found it on level 13 of a ziggurat)
544859 | Zig:14   | Entered Level 14 of a ziggurat
544900 | Zig:14   | Got a crude jade amulet
544901 | Zig:14   | Identified the amulet "Nudig" {Faith +Blink SInv} (You found it on level 14 of a ziggurat)
544928 | Zig:14   | Got a scintillating copper ring
544930 | Zig:14   | Identified the ring "Vuubrael" {Wiz rElec rF+} (You found it on level 14 of a ziggurat)
544976 | Zig:15   | Entered Level 15 of a ziggurat
545073 | Zig:15   | Got a twitching ivory amulet
545074 | Zig:15   | Identified the amulet of Vuschox {+Rage Dex+4} (You found it on level 15 of a ziggurat)
545082 | Zig:15   | Got a smoking turquoise ring
545083 | Zig:15   | Identified the ring "Otwinus" {+Fly rPois rF+ Int+7 Dex-3} (You found it on level 15 of a ziggurat)
545174 | Zig:15   | Identified the +2 shadow dragon scales of Mezcal {-Tele Int+4 Dex+4 Stlth++++} (You found it on level 15 of a ziggurat)
545187 | Zig:16   | Entered Level 16 of a ziggurat
545321 | Zig:16   | Identified the +1 pair of gloves "Haewk" {*Slow Str+4 Int+7 Dex+4} (You found it on level 16 of a ziggurat)
545398 | Zig:17   | Entered Level 17 of a ziggurat
545487 | Zig:17   | Got a flickering brass amulet
545488 | Zig:17   | Identified the amulet "Eschaewai" {Harm *Drain rF+} (You found it on level 17 of a ziggurat)
545540 | Zig:17   | Identified the +0 pair of gloves of the Valley of Death {rPois rN+ MR+} (You found it on level 17 of a ziggurat)
545588 | Zig:18   | Entered Level 18 of a ziggurat
545629 | Zig:18   | Identified the +2 pair of boots "Dimu" {rElec MR+ Str+3 Stlth+} (You found it on level 18 of a ziggurat)
545759 | Zig:19   | Entered Level 19 of a ziggurat
545759 | Zig:19   | Noticed a juggernaut
545759 | Zig:19   | Noticed a juggernaut
545759 | Zig:19   | Noticed a juggernaut
545759 | Zig:19   | Noticed a juggernaut
545759 | Zig:19   | Noticed a juggernaut
545759 | Zig:19   | Noticed a juggernaut
545759 | Zig:19   | Noticed a juggernaut
545759 | Zig:19   | Noticed a juggernaut
545759 | Zig:19   | Noticed a juggernaut
545759 | Zig:19   | Noticed a juggernaut
545759 | Zig:19   | Noticed a juggernaut
545759 | Zig:19   | Noticed a juggernaut
545759 | Zig:19   | Noticed a juggernaut
545759 | Zig:19   | Noticed a juggernaut
545759 | Zig:19   | Noticed a juggernaut
545759 | Zig:19   | Noticed a juggernaut
545759 | Zig:19   | Noticed a juggernaut
545761 | Zig:19   | Noticed a juggernaut
545761 | Zig:19   | Killed a juggernaut
545761 | Zig:19   | Killed a juggernaut
545761 | Zig:19   | Killed a juggernaut
545761 | Zig:19   | Killed a juggernaut
545761 | Zig:19   | Killed a juggernaut
545761 | Zig:19   | Killed a juggernaut
545761 | Zig:19   | Killed a juggernaut
545761 | Zig:19   | Killed a juggernaut
545761 | Zig:19   | Killed a juggernaut
545761 | Zig:19   | Killed a juggernaut
545762 | Zig:19   | Noticed a juggernaut
545762 | Zig:19   | Noticed a juggernaut
545762 | Zig:19   | Noticed a juggernaut
545762 | Zig:19   | Noticed a juggernaut
545763 | Zig:19   | Noticed a juggernaut
545763 | Zig:19   | Noticed a juggernaut
545763 | Zig:19   | Noticed a juggernaut
545763 | Zig:19   | Killed a juggernaut
545763 | Zig:19   | Killed a juggernaut
545763 | Zig:19   | Killed a juggernaut
545763 | Zig:19   | Killed a juggernaut
545763 | Zig:19   | Killed a juggernaut
545763 | Zig:19   | Killed a juggernaut
545763 | Zig:19   | Killed a juggernaut
545763 | Zig:19   | Killed a juggernaut
545763 | Zig:19   | Killed a juggernaut
545764 | Zig:19   | Noticed a juggernaut
545764 | Zig:19   | Noticed a juggernaut
545764 | Zig:19   | Noticed a juggernaut
545764 | Zig:19   | Noticed a juggernaut
545764 | Zig:19   | Noticed a juggernaut
545764 | Zig:19   | Noticed a juggernaut
545765 | Zig:19   | Noticed a juggernaut
545765 | Zig:19   | Noticed a juggernaut
545765 | Zig:19   | Noticed a juggernaut
545765 | Zig:19   | Noticed a juggernaut
545765 | Zig:19   | Noticed a juggernaut
545766 | Zig:19   | Noticed a juggernaut
545767 | Zig:19   | Noticed a juggernaut
545767 | Zig:19   | Noticed a juggernaut
545767 | Zig:19   | Killed a juggernaut
545767 | Zig:19   | Killed a juggernaut
545768 | Zig:19   | Noticed a juggernaut
545768 | Zig:19   | Noticed a juggernaut
545768 | Zig:19   | Noticed a juggernaut
545768 | Zig:19   | Killed a juggernaut
545768 | Zig:19   | Killed a juggernaut
545768 | Zig:19   | Killed a juggernaut
545768 | Zig:19   | Killed a juggernaut
545768 | Zig:19   | Killed a juggernaut
545768 | Zig:19   | Killed a juggernaut
545768 | Zig:19   | Killed a juggernaut
545768 | Zig:19   | Killed a juggernaut
545768 | Zig:19   | Killed a juggernaut
545768 | Zig:19   | Killed a juggernaut
545768 | Zig:19   | Killed a juggernaut
545769 | Zig:19   | Noticed a juggernaut
545769 | Zig:19   | Noticed a juggernaut
545769 | Zig:19   | Noticed a juggernaut
545770 | Zig:19   | Noticed a juggernaut
545770 | Zig:19   | Noticed a juggernaut
545771 | Zig:19   | Noticed a juggernaut
545771 | Zig:19   | Noticed a juggernaut
545771 | Zig:19   | Noticed a juggernaut
545772 | Zig:19   | Noticed a juggernaut
545772 | Zig:19   | Noticed a juggernaut
545772 | Zig:19   | Noticed a juggernaut
545772 | Zig:19   | Killed a juggernaut
545772 | Zig:19   | Killed a juggernaut
545772 | Zig:19   | Killed a juggernaut
545772 | Zig:19   | Killed a juggernaut
545772 | Zig:19   | Killed a juggernaut
545772 | Zig:19   | Killed a juggernaut
545772 | Zig:19   | Killed a juggernaut
545772 | Zig:19   | Killed a juggernaut
545772 | Zig:19   | Killed a juggernaut
545772 | Zig:19   | Killed a juggernaut
545773 | Zig:19   | Noticed a juggernaut
545773 | Zig:19   | Noticed a juggernaut
545774 | Zig:19   | Noticed a juggernaut
545775 | Zig:19   | Noticed a juggernaut
545775 | Zig:19   | Killed a juggernaut
545775 | Zig:19   | Killed a juggernaut
545775 | Zig:19   | Killed a juggernaut
545775 | Zig:19   | Killed a juggernaut
545775 | Zig:19   | Killed a juggernaut
545775 | Zig:19   | Killed a juggernaut
545776 | Zig:19   | Killed a juggernaut
545776 | Zig:19   | Killed a juggernaut
545776 | Zig:19   | Killed a juggernaut
545776 | Zig:19   | Killed a juggernaut
545776 | Zig:19   | Killed a juggernaut
545777 | Zig:19   | Noticed a juggernaut
545778 | Zig:19   | Killed a juggernaut
545778 | Zig:19   | Killed a juggernaut
545778 | Zig:19   | Killed a juggernaut
545778 | Zig:19   | Killed a juggernaut
545781 | Zig:19   | Killed a juggernaut
545809 | Zig:19   | Got a smoking platinum ring
545811 | Zig:19   | Identified the ring of Hemod {Ice *Drain Int+8 Dex+4} (You found it on level 19 of a ziggurat)
545820 | Zig:19   | Got a flickering bronze ring
545821 | Zig:19   | Identified the ring "Ynutyos" {rF++ Slay+3 SInv} (You found it on level 19 of a ziggurat)
545824 | Zig:19   | Got a slimy silver ring
545825 | Zig:19   | Identified the ring "Edoubil" {rCorr rN+} (You found it on level 19 of a ziggurat)
545835 | Zig:19   | Got a coiled wooden ring
545836 | Zig:19   | Identified the ring of Moigi {Fire +Blink rElec Dex+3} (You found it on level 19 of a ziggurat)
545839 | Zig:19   | Got a coiled golden ring
545840 | Zig:19   | Identified the ring "Nole" {+Fly Int+2} (You found it on level 19 of a ziggurat)
545848 | Zig:19   | Got a clouded lead amulet
545849 | Zig:19   | Identified the amulet "Joapegum" {RegenMP rPois rC+ Str+2 Slay+6} (You found it on level 19 of a ziggurat)
545852 | Zig:19   | Got a clouded golden ring
545853 | Zig:19   | Identified the ring "Hibbo" {rN++ MR+ Str+3 Int+5} (You found it on level 19 of a ziggurat)
545966 | Zig:19   | Got a translucent steel amulet
545967 | Zig:19   | Identified the amulet "Fifrule Kupo" {Inacc Dex+2} (You found it on level 19 of a ziggurat)
545978 | Zig:19   | Identified the Reference Book on Translocation
546013 | Zig:20   | Entered Level 20 of a ziggurat
546195 | Zig:20   | Identified Ysech's Papyrus of Entrancing Earth
546204 | Zig:20   | Identified the cursed +0 fire dragon scales of Birdsong {*Slow rF++ rC- Str+5 Int+3} (You found it on level 20 of a ziggurat)
546208 | Zig:20   | Identified the +9 ice dragon scales of Goatod {rF- rC++ Regen+ Int+2} (You found it on level 20 of a ziggurat)
546215 | Zig:20   | Identified the +1 steam dragon scales "Uxesol" {rN+ MR+ Int+4} (You found it on level 20 of a ziggurat)
546249 | Zig:21   | Entered Level 21 of a ziggurat
546310 | Zig:21   | Got a glittering ivory ring
546312 | Zig:21   | Identified the ring "Pupsiy" {rC+ Str+2 Dex+3} (You found it on level 21 of a ziggurat)
546428 | Zig:21   | Got a coiled steel ring
546430 | Zig:21   | Identified the ring of the Battered Blessings {rElec EV+3 Dex+2} (You found it on level 21 of a ziggurat)
546481 | Zig:22   | Entered Level 22 of a ziggurat
546527 | Zig:22   | Got a clouded turquoise ring
546529 | Zig:22   | Identified the ring of the Clam {Fire *Corrode rPois Int+3 Dex+2} (You found it on level 22 of a ziggurat)
546536 | Zig:22   | Got a flickering silver ring
546537 | Zig:22   | Identified the ring "Goasueq" {rN+ Int-2 Dex+8 Slay-3 Stlth-} (You found it on level 22 of a ziggurat)
546721 | Zig:22   | Identified the +3 fire dragon scales "Pejes" {rF++ rC- rN+++ MR- rCorr} (You found it on level 22 of a ziggurat)
546755 | Zig:23   | Entered Level 23 of a ziggurat
546755 | Zig:23   | Noticed a juggernaut
546755 | Zig:23   | Noticed a juggernaut
546755 | Zig:23   | Noticed a juggernaut
546755 | Zig:23   | Noticed a juggernaut
546755 | Zig:23   | Noticed a juggernaut
546755 | Zig:23   | Noticed a juggernaut
546755 | Zig:23   | Noticed a juggernaut
546755 | Zig:23   | Noticed a juggernaut
546755 | Zig:23   | Noticed a juggernaut
546755 | Zig:23   | Noticed a juggernaut
546755 | Zig:23   | Noticed a juggernaut
546755 | Zig:23   | Noticed a juggernaut
546755 | Zig:23   | Noticed a juggernaut
546757 | Zig:23   | Noticed a juggernaut
546757 | Zig:23   | Noticed a juggernaut
546757 | Zig:23   | Noticed a juggernaut
546757 | Zig:23   | Noticed a juggernaut
546757 | Zig:23   | Noticed a juggernaut
546757 | Zig:23   | Noticed a juggernaut
546758 | Zig:23   | Killed a juggernaut
546758 | Zig:23   | Killed a juggernaut
546758 | Zig:23   | Killed a juggernaut
546758 | Zig:23   | Killed a juggernaut
546758 | Zig:23   | Killed a juggernaut
546758 | Zig:23   | Killed a juggernaut
546759 | Zig:23   | Noticed a juggernaut
546759 | Zig:23   | Noticed a juggernaut
546759 | Zig:23   | Killed a juggernaut
546759 | Zig:23   | Killed a juggernaut
546759 | Zig:23   | Killed a juggernaut
546759 | Zig:23   | Killed a juggernaut
546759 | Zig:23   | Killed a juggernaut
546759 | Zig:23   | Killed a juggernaut
546759 | Zig:23   | Killed a juggernaut
546759 | Zig:23   | Killed a juggernaut
546759 | Zig:23   | Killed a juggernaut
546759 | Zig:23   | Killed a juggernaut
546760 | Zig:23   | Noticed a juggernaut
546760 | Zig:23   | Noticed a juggernaut
546760 | Zig:23   | Noticed a juggernaut
546760 | Zig:23   | Noticed a juggernaut
546760 | Zig:23   | Noticed a juggernaut
546761 | Zig:23   | Noticed a juggernaut
546762 | Zig:23   | Killed a juggernaut
546762 | Zig:23   | Killed a juggernaut
546762 | Zig:23   | Killed a juggernaut
546762 | Zig:23   | Killed a juggernaut
546762 | Zig:23   | Killed a juggernaut
546763 | Zig:23   | Noticed a juggernaut
546763 | Zig:23   | Noticed a juggernaut
546763 | Zig:23   | Noticed a juggernaut
546763 | Zig:23   | Noticed a juggernaut
546764 | Zig:23   | Noticed a juggernaut
546764 | Zig:23   | Noticed a juggernaut
546764 | Zig:23   | Noticed a juggernaut
546764 | Zig:23   | Noticed a juggernaut
546764 | Zig:23   | Noticed a juggernaut
546764 | Zig:23   | Noticed a juggernaut
546765 | Zig:23   | Noticed a juggernaut
546765 | Zig:23   | Killed a juggernaut
546765 | Zig:23   | Killed a juggernaut
546765 | Zig:23   | Killed a juggernaut
546765 | Zig:23   | Killed a juggernaut
546765 | Zig:23   | Killed a juggernaut
546766 | Zig:23   | Noticed a juggernaut
546766 | Zig:23   | Noticed a juggernaut
546766 | Zig:23   | Noticed a juggernaut
546766 | Zig:23   | Noticed a juggernaut
546766 | Zig:23   | Killed a juggernaut
546766 | Zig:23   | Killed a juggernaut
546766 | Zig:23   | Killed a juggernaut
546766 | Zig:23   | Killed a juggernaut
546766 | Zig:23   | Killed a juggernaut
546766 | Zig:23   | Killed a juggernaut
546766 | Zig:23   | Killed a juggernaut
546766 | Zig:23   | Killed a juggernaut
546766 | Zig:23   | Killed a juggernaut
546766 | Zig:23   | Killed a juggernaut
546767 | Zig:23   | Noticed a juggernaut
546767 | Zig:23   | Noticed a juggernaut
546767 | Zig:23   | Noticed a juggernaut
546767 | Zig:23   | Noticed a juggernaut
546767 | Zig:23   | Noticed a juggernaut
546768 | Zig:23   | Noticed a juggernaut
546768 | Zig:23   | Noticed a juggernaut
546769 | Zig:23   | Noticed a juggernaut
546770 | Zig:23   | Noticed a juggernaut
546770 | Zig:23   | Noticed a juggernaut
546771 | Zig:23   | Noticed a juggernaut
546771 | Zig:23   | Killed a juggernaut
546771 | Zig:23   | Killed a juggernaut
546771 | Zig:23   | Killed a juggernaut
546771 | Zig:23   | Killed a juggernaut
546771 | Zig:23   | Killed a juggernaut
546771 | Zig:23   | Killed a juggernaut
546771 | Zig:23   | Noticed a juggernaut
546772 | Zig:23   | Killed a juggernaut
546772 | Zig:23   | Killed a juggernaut
546772 | Zig:23   | Killed a juggernaut
546772 | Zig:23   | Killed a juggernaut
546772 | Zig:23   | Killed a juggernaut
546772 | Zig:23   | Killed a juggernaut
546772 | Zig:23   | Killed a juggernaut
546772 | Zig:23   | Killed a juggernaut
546773 | Zig:23   | Noticed a juggernaut
546773 | Zig:23   | Noticed a juggernaut
546773 | Zig:23   | Noticed a juggernaut
546773 | Zig:23   | Noticed a juggernaut
546774 | Zig:23   | Noticed a juggernaut
546774 | Zig:23   | Noticed a juggernaut
546774 | Zig:23   | Noticed a juggernaut
546774 | Zig:23   | Noticed a juggernaut
546774 | Zig:23   | Noticed a juggernaut
546775 | Zig:23   | Noticed a juggernaut
546775 | Zig:23   | Noticed a juggernaut
546776 | Zig:23   | Noticed a juggernaut
546776 | Zig:23   | Killed a juggernaut
546776 | Zig:23   | Killed a juggernaut
546776 | Zig:23   | Killed a juggernaut
546776 | Zig:23   | Killed a juggernaut
546777 | Zig:23   | Killed a juggernaut
546777 | Zig:23   | Killed a juggernaut
546777 | Zig:23   | Killed a juggernaut
546778 | Zig:23   | Noticed a juggernaut
546778 | Zig:23   | Noticed a juggernaut
546778 | Zig:23   | Noticed a juggernaut
546779 | Zig:23   | Noticed a juggernaut
546779 | Zig:23   | Killed a juggernaut
546779 | Zig:23   | Killed a juggernaut
546779 | Zig:23   | Killed a juggernaut
546779 | Zig:23   | Killed a juggernaut
546779 | Zig:23   | Killed a juggernaut
546779 | Zig:23   | Killed a juggernaut
546779 | Zig:23   | Killed a juggernaut
546779 | Zig:23   | Killed a juggernaut
546780 | Zig:23   | Noticed a juggernaut
546780 | Zig:23   | Noticed a juggernaut
546780 | Zig:23   | Killed a juggernaut
546780 | Zig:23   | Killed a juggernaut
546780 | Zig:23   | Killed a juggernaut
546780 | Zig:23   | Killed a juggernaut
546781 | Zig:23   | Noticed a juggernaut
546782 | Zig:23   | Noticed a juggernaut
546782 | Zig:23   | Killed a juggernaut
546782 | Zig:23   | Killed a juggernaut
546783 | Zig:23   | Noticed a juggernaut
546783 | Zig:23   | Noticed a juggernaut
546784 | Zig:23   | Noticed a juggernaut
546784 | Zig:23   | Killed a juggernaut
546786 | Zig:23   | Noticed a juggernaut
546786 | Zig:23   | Killed a juggernaut
546786 | Zig:23   | Killed a juggernaut
546786 | Zig:23   | Killed a juggernaut
546787 | Zig:23   | Killed a juggernaut
546788 | Zig:23   | Noticed a juggernaut
546788 | Zig:23   | Noticed a juggernaut
546789 | Zig:23   | Killed a juggernaut
546789 | Zig:23   | Killed a juggernaut
546794 | Zig:23   | Killed a juggernaut
546796 | Zig:23   | Killed a juggernaut
546833 | Zig:23   | Got a faintly glowing platinum amulet
546835 | Zig:23   | Identified the amulet of Jiceim {+Rage rPois rN+} (You found it on level 23 of a ziggurat)
546855 | Zig:23   | Got a faintly glowing emerald amulet
546856 | Zig:23   | Identified the amulet "Yfoxaepa" {Reflect Int+3 SH+3} (You found it on level 23 of a ziggurat)
547002 | Zig:24   | Entered Level 24 of a ziggurat
547045 | Zig:24   | Got a crude granite ring
547059 | Zig:24   | Got a glittering iron ring
547061 | Zig:24   | Identified the ring "Fushue" {rF+ rC+} (You found it on level 24 of a ziggurat)
547082 | Zig:24   | Got a flickering copper ring
547083 | Zig:24   | Identified the ring of Starshine {MR+ SInv} (You found it on level 24 of a ziggurat)
547112 | Zig:24   | Identified the Almanac of Supportive Displacement
547114 | Zig:24   | Got a translucent tin ring
547115 | Zig:24   | Identified the ring "Nupp" {EV+1 Str+2 Dex+2} (You found it on level 24 of a ziggurat)
547185 | Zig:24   | Got a steaming golden ring
547186 | Zig:24   | Identified the ring of Nimizem {rPois rN+ Dex+2} (You found it on level 24 of a ziggurat)
547190 | Zig:24   | Got a scorched ivory ring
547191 | Zig:24   | Identified the ring "Teoc" {rPois rN+ MR- MP+9} (You found it on level 24 of a ziggurat)
547196 | Zig:24   | Got a glittering iron ring
547197 | Zig:24   | Identified the ring of a Thousand Songs {rN++ MR+ MP-9 Str+2 Int-4 Stlth+} (You found it on level 24 of a ziggurat)
547242 | Zig:25   | Entered Level 25 of a ziggurat
547308 | Zig:25   | Identified Vehumet's Disquisition on Confrontation
547328 | Zig:25   | Got a shimmering lapis lazuli ring
547330 | Zig:25   | Identified the ring "Meriatay" {Ice MP-9 Str+3 Dex+4} (You found it on level 25 of a ziggurat)
547350 | Zig:25   | Got a brightly glowing lead ring
547351 | Zig:25   | Identified the ring of Incredulity {Ice Str-5 Int+6} (You found it on level 25 of a ziggurat)
547477 | Zig:26   | Entered Level 26 of a ziggurat
547477 | Zig:26   | Noticed a juggernaut
547477 | Zig:26   | Noticed a juggernaut
547477 | Zig:26   | Noticed a juggernaut
547477 | Zig:26   | Noticed a juggernaut
547477 | Zig:26   | Noticed a juggernaut
547477 | Zig:26   | Noticed a juggernaut
547477 | Zig:26   | Noticed a juggernaut
547477 | Zig:26   | Noticed a juggernaut
547477 | Zig:26   | Noticed a juggernaut
547480 | Zig:26   | Noticed a juggernaut
547480 | Zig:26   | Noticed a juggernaut
547484 | Zig:26   | Noticed a juggernaut
547484 | Zig:26   | Killed a juggernaut
547484 | Zig:26   | Killed a juggernaut
547484 | Zig:26   | Killed a juggernaut
547484 | Zig:26   | Killed a juggernaut
547484 | Zig:26   | Killed a juggernaut
547484 | Zig:26   | Killed a juggernaut
547484 | Zig:26   | Killed a juggernaut
547484 | Zig:26   | Killed a juggernaut
547485 | Zig:26   | Noticed a juggernaut
547485 | Zig:26   | Noticed a juggernaut
547485 | Zig:26   | Noticed a juggernaut
547485 | Zig:26   | Noticed a juggernaut
547485 | Zig:26   | Noticed a juggernaut
547486 | Zig:26   | Noticed a juggernaut
547486 | Zig:26   | Noticed a juggernaut
547486 | Zig:26   | Noticed a juggernaut
547486 | Zig:26   | Noticed a juggernaut
547486 | Zig:26   | Noticed a juggernaut
547487 | Zig:26   | Noticed a juggernaut
547487 | Zig:26   | Noticed a juggernaut
547488 | Zig:26   | Noticed a juggernaut
547488 | Zig:26   | Noticed a juggernaut
547489 | Zig:26   | Noticed a juggernaut
547491 | Zig:26   | Noticed a juggernaut
547491 | Zig:26   | Noticed a juggernaut
547491 | Zig:26   | Noticed a juggernaut
547492 | Zig:26   | Killed a juggernaut
547492 | Zig:26   | Killed a juggernaut
547492 | Zig:26   | Killed a juggernaut
547492 | Zig:26   | Killed a juggernaut
547492 | Zig:26   | Killed a juggernaut
547492 | Zig:26   | Killed a juggernaut
547492 | Zig:26   | Killed a juggernaut
547492 | Zig:26   | Killed a juggernaut
547492 | Zig:26   | Killed a juggernaut
547492 | Zig:26   | Killed a juggernaut
547492 | Zig:26   | Killed a juggernaut
547492 | Zig:26   | Killed a juggernaut
547492 | Zig:26   | Killed a juggernaut
547492 | Zig:26   | Killed a juggernaut
547492 | Zig:26   | Killed a juggernaut
547492 | Zig:26   | Killed a juggernaut
547492 | Zig:26   | Killed a juggernaut
547492 | Zig:26   | Killed a juggernaut
547492 | Zig:26   | Killed a juggernaut
547493 | Zig:26   | Noticed a juggernaut
547493 | Zig:26   | Noticed a juggernaut
547493 | Zig:26   | Noticed a juggernaut
547493 | Zig:26   | Noticed a juggernaut
547493 | Zig:26   | Noticed a juggernaut
547494 | Zig:26   | Noticed a juggernaut
547494 | Zig:26   | Noticed a juggernaut
547494 | Zig:26   | Noticed a juggernaut
547494 | Zig:26   | Noticed a juggernaut
547494 | Zig:26   | Noticed a juggernaut
547494 | Zig:26   | Noticed a juggernaut
547495 | Zig:26   | Noticed a juggernaut
547496 | Zig:26   | Noticed a juggernaut
547496 | Zig:26   | Noticed a juggernaut
547496 | Zig:26   | Noticed a juggernaut
547496 | Zig:26   | Noticed a juggernaut
547496 | Zig:26   | Noticed a juggernaut
547496 | Zig:26   | Noticed a juggernaut
547497 | Zig:26   | Noticed a juggernaut
547498 | Zig:26   | Noticed a juggernaut
547498 | Zig:26   | Noticed a juggernaut
547498 | Zig:26   | Noticed a juggernaut
547498 | Zig:26   | Noticed a juggernaut
547498 | Zig:26   | Killed a juggernaut
547499 | Zig:26   | Noticed a juggernaut
547499 | Zig:26   | Noticed a juggernaut
547499 | Zig:26   | Noticed a juggernaut
547502 | Zig:26   | Killed a juggernaut
547502 | Zig:26   | Killed a juggernaut
547502 | Zig:26   | Killed a juggernaut
547502 | Zig:26   | Killed a juggernaut
547502 | Zig:26   | Killed a juggernaut
547502 | Zig:26   | Killed a juggernaut
547502 | Zig:26   | Killed a juggernaut
547502 | Zig:26   | Killed a juggernaut
547502 | Zig:26   | Killed a juggernaut
547502 | Zig:26   | Killed a juggernaut
547502 | Zig:26   | Killed a juggernaut
547502 | Zig:26   | Killed a juggernaut
547502 | Zig:26   | Killed a juggernaut
547502 | Zig:26   | Killed a juggernaut
547502 | Zig:26   | Killed a juggernaut
547502 | Zig:26   | Killed a juggernaut
547502 | Zig:26   | Killed a juggernaut
547502 | Zig:26   | Killed a juggernaut
547502 | Zig:26   | Killed a juggernaut
547502 | Zig:26   | Killed a juggernaut
547502 | Zig:26   | Killed a juggernaut
547502 | Zig:26   | Killed a juggernaut
547502 | Zig:26   | Killed a juggernaut
547503 | Zig:26   | Noticed a juggernaut
547503 | Zig:26   | Noticed a juggernaut
547503 | Zig:26   | Noticed a juggernaut
547503 | Zig:26   | Noticed a juggernaut
547503 | Zig:26   | Noticed a juggernaut
547504 | Zig:26   | Noticed a juggernaut
547505 | Zig:26   | Noticed a juggernaut
547506 | Zig:26   | Noticed a juggernaut
547506 | Zig:26   | Noticed a juggernaut
547506 | Zig:26   | Noticed a juggernaut
547507 | Zig:26   | Noticed a juggernaut
547509 | Zig:26   | Noticed a juggernaut
547509 | Zig:26   | Killed a juggernaut
547512 | Zig:26   | Killed a juggernaut
547512 | Zig:26   | Killed a juggernaut
547512 | Zig:26   | Killed a juggernaut
547512 | Zig:26   | Killed a juggernaut
547512 | Zig:26   | Killed a juggernaut
547512 | Zig:26   | Killed a juggernaut
547512 | Zig:26   | Killed a juggernaut
547512 | Zig:26   | Killed a juggernaut
547512 | Zig:26   | Killed a juggernaut
547512 | Zig:26   | Killed a juggernaut
547512 | Zig:26   | Killed a juggernaut
547512 | Zig:26   | Killed a juggernaut
547512 | Zig:26   | Killed a juggernaut
547512 | Zig:26   | Killed a juggernaut
547512 | Zig:26   | Killed a juggernaut
547513 | Zig:26   | Noticed a juggernaut
547513 | Zig:26   | Noticed a juggernaut
547513 | Zig:26   | Noticed a juggernaut
547513 | Zig:26   | Noticed a juggernaut
547514 | Zig:26   | Noticed a juggernaut
547514 | Zig:26   | Noticed a juggernaut
547515 | Zig:26   | Noticed a juggernaut
547515 | Zig:26   | Noticed a juggernaut
547516 | Zig:26   | Noticed a juggernaut
547517 | Zig:26   | Killed a juggernaut
547518 | Zig:26   | Noticed a juggernaut
547519 | Zig:26   | Noticed a juggernaut
547519 | Zig:26   | Noticed a juggernaut
547520 | Zig:26   | Noticed a juggernaut
547520 | Zig:26   | Killed a juggernaut
547520 | Zig:26   | Killed a juggernaut
547520 | Zig:26   | Killed a juggernaut
547520 | Zig:26   | Killed a juggernaut
547520 | Zig:26   | Killed a juggernaut
547520 | Zig:26   | Killed a juggernaut
547520 | Zig:26   | Killed a juggernaut
547520 | Zig:26   | Killed a juggernaut
547520 | Zig:26   | Killed a juggernaut
547520 | Zig:26   | Killed a juggernaut
547520 | Zig:26   | Killed a juggernaut
547521 | Zig:26   | Noticed a juggernaut
547521 | Zig:26   | Noticed a juggernaut
547522 | Zig:26   | Noticed a juggernaut
547522 | Zig:26   | Noticed a juggernaut
547522 | Zig:26   | Noticed a juggernaut
547522 | Zig:26   | Noticed a juggernaut
547523 | Zig:26   | Noticed a juggernaut
547526 | Zig:26   | Noticed a juggernaut
547527 | Zig:26   | Killed a juggernaut
547527 | Zig:26   | Killed a juggernaut
547527 | Zig:26   | Killed a juggernaut
547527 | Zig:26   | Killed a juggernaut
547527 | Zig:26   | Killed a juggernaut
547527 | Zig:26   | Killed a juggernaut
547527 | Zig:26   | Killed a juggernaut
547527 | Zig:26   | Killed a juggernaut
547528 | Zig:26   | Noticed a juggernaut
547528 | Zig:26   | Noticed a juggernaut
547528 | Zig:26   | Noticed a juggernaut
547528 | Zig:26   | Noticed a juggernaut
547529 | Zig:26   | Noticed a juggernaut
547529 | Zig:26   | Killed a juggernaut
547530 | Zig:26   | Noticed a juggernaut
547531 | Zig:26   | Noticed a juggernaut
547542 | Zig:26   | Killed a juggernaut
547542 | Zig:26   | Killed a juggernaut
547542 | Zig:26   | Killed a juggernaut
547542 | Zig:26   | Killed a juggernaut
547542 | Zig:26   | Killed a juggernaut
547542 | Zig:26   | Killed a juggernaut
547542 | Zig:26   | Killed a juggernaut
547542 | Zig:26   | Killed a juggernaut
547543 | Zig:26   | Noticed a juggernaut
547546 | Zig:26   | Noticed a juggernaut
547556 | Zig:26   | Killed a juggernaut
547556 | Zig:26   | Killed a juggernaut
547557 | Zig:26   | Noticed a juggernaut
547558 | Zig:26   | Noticed a juggernaut
547566 | Zig:26   | Killed a juggernaut
547569 | Zig:26   | Killed a juggernaut
547592 | Zig:26   | Identified the +0 cloak of the Other World {Regen+ Str+2 Int-2 Dex+6} (You found it on level 26 of a ziggurat)
547594 | Zig:26   | Identified the ring "Xeveedd Kono" {rPois rC+ MR+} (You found it on level 24 of a ziggurat)
547609 | Zig:26   | Got a coiled pewter ring
547610 | Zig:26   | Identified the ring "Otroluocw" {Int+6 Stlth-} (You found it on level 26 of a ziggurat)
547620 | Zig:26   | Got a brightly glowing tin ring
547621 | Zig:26   | Identified the cursed ring of Qaskeitoa {+Blink +Fly rC+ MR- AC-3} (You found it on level 26 of a ziggurat)
547747 | Zig:26   | Identified Sif Muna's Guide on Glacial Summoning
547816 | Zig:26   | Got a scintillating gossamer ring
547817 | Zig:26   | Identified the ring "Acri" {rElec rF++ MP+9 Int+3 Stlth-} (You found it on level 26 of a ziggurat)
547819 | Zig:26   | Got a clouded ruby amulet
547820 | Zig:26   | Identified the amulet of Osokk {RegenMP +Inv rPois} (You found it on level 26 of a ziggurat)
547824 | Zig:26   | Identified the cursed +0 pair of gloves of Fun {rF+ rCorr Int+2} (You found it on level 26 of a ziggurat)
547828 | Zig:26   | Identified the -5 helmet of the Equinox {-Cast rElec rN+} (You found it on level 26 of a ziggurat)
547868 | Zig:27   | Entered Level 27 of a ziggurat
547941 | Zig:27   | Noticed Feit the pandemonium lord
547962 | Zig:27   | Killed Feit the pandemonium lord
548042 | Zig:27   | Got a crude bronze amulet
548043 | Zig:27   | Identified the amulet "Keodwur" {RegenMP +Blink rC- MR+ Str+2} (You found it on level 27 of a ziggurat)
548048 | Zig:27   | Got a scintillating copper amulet
548049 | Zig:27   | Identified the amulet "Atae" {RegenMP rElec Dex+3} (You found it on level 27 of a ziggurat)
548054 | Zig:27   | Identified the Incunabulum of Summoning and Good Luck
548057 | Zig:27   | Got a crude pewter amulet
548058 | Zig:27   | Identified the amulet of Caatuirr {Harm *Drain rN+ Dex+3} (You found it on level 27 of a ziggurat)
548071 | Zig:27   | Got a translucent golden amulet
548072 | Zig:27   | Identified the amulet "Xompe" {Regen+ Int+2 Dex+6} (You found it on level 27 of a ziggurat)
548233 | Depths:2 | Identified the +1 cloak of Muttered Phrases {rC+ MR+ Int+7 Stlth-} (You acquired it on level 2 of the Depths)
548234 | Depths:2 | Identified the +2 hat "Sierurph" {rElec rC+ rN+ Dex+4} (You acquired it on level 2 of the Depths)
548235 | Depths:2 | Identified the +5 pair of boots of Okawaru's Hope {rF+ rCorr Dex-2 SInv} (You acquired it on level 2 of the Depths)
548315 | Zig:1    | Entered Level 1 of a ziggurat
548360 | Zig:2    | Entered Level 2 of a ziggurat
548400 | Zig:3    | Entered Level 3 of a ziggurat
548451 | Zig:4    | Entered Level 4 of a ziggurat
548488 | Zig:4    | Identified the Tome of Existentialism
548533 | Zig:5    | Entered Level 5 of a ziggurat
548836 | Zig:6    | Entered Level 6 of a ziggurat
548885 | Zig:7    | Entered Level 7 of a ziggurat
548885 | Zig:7    | Noticed Tuddamy the pandemonium lord
548885 | Zig:7    | Noticed Nuprabeume the pandemonium lord
548885 | Zig:7    | Noticed Bileleazi the pandemonium lord
548885 | Zig:7    | Noticed Xofyu the pandemonium lord
548885 | Zig:7    | Noticed Xeuhegei the pandemonium lord
548885 | Zig:7    | Noticed Iseob the pandemonium lord
548885 | Zig:7    | Noticed Ynnooxip the pandemonium lord
548885 | Zig:7    | Noticed Fej Pari the pandemonium lord
548885 | Zig:7    | Noticed Cibbeewn the pandemonium lord
548885 | Zig:7    | Noticed Iradalel the pandemonium lord
548885 | Zig:7    | Noticed Feuzaska the pandemonium lord
548885 | Zig:7    | Noticed Ruletad the pandemonium lord
548885 | Zig:7    | Noticed Todiwnit the pandemonium lord
548885 | Zig:7    | Noticed Vienn the pandemonium lord
548885 | Zig:7    | Noticed Japnoeqo the pandemonium lord
548885 | Zig:7    | Noticed Tyrphig the pandemonium lord
548885 | Zig:7    | Noticed Kelag the pandemonium lord
548885 | Zig:7    | Noticed Xinlagh the pandemonium lord
548885 | Zig:7    | Noticed Elatyeps the pandemonium lord
548885 | Zig:7    | Noticed Soritove the pandemonium lord
548885 | Zig:7    | Noticed Hyott the pandemonium lord
548885 | Zig:7    | Noticed Homp the pandemonium lord
548885 | Zig:7    | Noticed Tiguuh Jiub the pandemonium lord
548885 | Zig:7    | Noticed Qauwudghiosm the pandemonium lord
548885 | Zig:7    | Noticed Egaawn the pandemonium lord
548885 | Zig:7    | Noticed Wutiull the pandemonium lord
548885 | Zig:7    | Noticed Uwokaujia the pandemonium lord
548885 | Zig:7    | Noticed Vioqihug the pandemonium lord
548885 | Zig:7    | Noticed Wuaseik the pandemonium lord
548885 | Zig:7    | Noticed Juuset the pandemonium lord
548885 | Zig:7    | Noticed Qiutsuh the pandemonium lord
548885 | Zig:7    | Noticed Viutehofu the pandemonium lord
548885 | Zig:7    | Noticed Ipienauf the pandemonium lord
548885 | Zig:7    | Noticed Efytewn the pandemonium lord
548885 | Zig:7    | Noticed Ekivaeg the pandemonium lord
548885 | Zig:7    | Noticed Cezain the pandemonium lord
548885 | Zig:7    | Noticed Hafosk the pandemonium lord
548885 | Zig:7    | Noticed Jelaprev the pandemonium lord
548885 | Zig:7    | Noticed Pail the pandemonium lord
548885 | Zig:7    | Noticed Udeith the pandemonium lord
548885 | Zig:7    | Noticed Dano the pandemonium lord
548885 | Zig:7    | Noticed Wuin the pandemonium lord
548885 | Zig:7    | Noticed Upex the pandemonium lord
548885 | Zig:7    | Noticed Unnuk the pandemonium lord
548885 | Zig:7    | Noticed Voirghet the pandemonium lord
548885 | Zig:7    | Noticed Baqov the pandemonium lord
548885 | Zig:7    | Noticed Wufud the pandemonium lord
548885 | Zig:7    | Noticed Jelibawa the pandemonium lord
548887 | Zig:7    | Noticed Nusossom the pandemonium lord
548887 | Zig:7    | Noticed Vemifek the pandemonium lord
548887 | Zig:7    | Noticed Forhosmu the pandemonium lord
548887 | Zig:7    | Noticed Roosir the pandemonium lord
548888 | Zig:7    | Noticed Lailaras the pandemonium lord
548888 | Zig:7    | Killed Wuin the pandemonium lord
548888 | Zig:7    | Killed Fauciq the pandemonium lord
548889 | Zig:7    | Killed Ekivaeg the pandemonium lord
548889 | Zig:7    | Killed Todiwnit the pandemonium lord
548889 | Zig:7    | Killed Elatyeps the pandemonium lord
548889 | Zig:7    | Killed Bileleazi the pandemonium lord
548889 | Zig:7    | Killed Wun Gyir the pandemonium lord
548889 | Zig:7    | Killed Qauwudghiosm the pandemonium lord
548889 | Zig:7    | Killed Unnuk the pandemonium lord
548889 | Zig:7    | Killed Iradalel the pandemonium lord
548889 | Zig:7    | Killed Wufud the pandemonium lord
548889 | Zig:7    | Killed Cibbeewn the pandemonium lord
548889 | Zig:7    | Killed Baqov the pandemonium lord
548889 | Zig:7    | Killed Kelag the pandemonium lord
548889 | Zig:7    | Killed Efytewn the pandemonium lord
548890 | Zig:7    | Noticed Ihuc the pandemonium lord
548890 | Zig:7    | Killed Tiguuh Jiub the pandemonium lord
548890 | Zig:7    | Killed Tuddamy the pandemonium lord
548890 | Zig:7    | Killed Hyott the pandemonium lord
548890 | Zig:7    | Killed Otumum the pandemonium lord
548890 | Zig:7    | Killed Jelibawa the pandemonium lord
548890 | Zig:7    | Killed Voirghet the pandemonium lord
548890 | Zig:7    | Killed Pail the pandemonium lord
548890 | Zig:7    | Killed Ruletad the pandemonium lord
548890 | Zig:7    | Killed Soritove the pandemonium lord
548890 | Zig:7    | Killed Egaawn the pandemonium lord
548890 | Zig:7    | Killed Xofyu the pandemonium lord
548890 | Zig:7    | Killed Vemifek the pandemonium lord
548890 | Zig:7    | Killed Feuzaska the pandemonium lord
548890 | Zig:7    | Killed Qiutsuh the pandemonium lord
548891 | Zig:7    | Noticed Araneli the pandemonium lord
548891 | Zig:7    | Noticed Jatilet the pandemonium lord
548891 | Zig:7    | Noticed Betuik the pandemonium lord
548891 | Zig:7    | Noticed Wuxeg Eru the pandemonium lord
548891 | Zig:7    | Noticed Wubuvir the pandemonium lord
548891 | Zig:7    | Noticed Mablir the pandemonium lord
548891 | Zig:7    | Killed Nuprabeume the pandemonium lord
548891 | Zig:7    | Killed Roosir the pandemonium lord
548891 | Zig:7    | Killed Vienn the pandemonium lord
548891 | Zig:7    | Killed Ihuc the pandemonium lord
548891 | Zig:7    | Killed Wuaseik the pandemonium lord
548891 | Zig:7    | Killed Viutehofu the pandemonium lord
548891 | Zig:7    | Killed Dano the pandemonium lord
548891 | Zig:7    | Killed Udeith the pandemonium lord
548891 | Zig:7    | Killed Jatilet the pandemonium lord
548892 | Zig:7    | Noticed Das Leysh the pandemonium lord
548892 | Zig:7    | Noticed Catwedua the pandemonium lord
548892 | Zig:7    | Noticed Kayqox the pandemonium lord
548893 | Zig:7    | Noticed Jobofo the pandemonium lord
548893 | Zig:7    | Noticed Hanexzy the pandemonium lord
548893 | Zig:7    | Noticed Qawoimiy the pandemonium lord
548893 | Zig:7    | Noticed Estuifry the pandemonium lord
548894 | Zig:7    | Noticed Exkair the pandemonium lord
548895 | Zig:7    | Noticed Owoinogi the pandemonium lord
548895 | Zig:7    | Noticed Ivosimm the pandemonium lord
548896 | Zig:7    | Noticed Iqich the pandemonium lord
548896 | Zig:7    | Noticed Ocyfuc the pandemonium lord
548897 | Zig:7    | Killed Iseob the pandemonium lord
548897 | Zig:7    | Killed Xinlagh the pandemonium lord
548897 | Zig:7    | Killed Qawoimiy the pandemonium lord
548897 | Zig:7    | Killed Uwokaujia the pandemonium lord
548899 | Zig:7    | Noticed Ajuy the pandemonium lord
548900 | Zig:7    | Noticed Lofaide the pandemonium lord
548901 | Zig:7    | Noticed Ralimock the pandemonium lord
548902 | Zig:7    | Noticed Cammoir the pandemonium lord
548902 | Zig:7    | Noticed Hemm the pandemonium lord
548903 | Zig:7    | Noticed Ytovos the pandemonium lord
548903 | Zig:7    | Noticed Telad the pandemonium lord
548903 | Zig:7    | Killed Lailaras the pandemonium lord
548903 | Zig:7    | Killed Tyrphig the pandemonium lord
548903 | Zig:7    | Killed Telad the pandemonium lord
548903 | Zig:7    | Killed Nusossom the pandemonium lord
548904 | Zig:7    | Noticed Velan the pandemonium lord
548905 | Zig:7    | Noticed Dongaps the pandemonium lord
548906 | Zig:7    | Killed Vioqihug the pandemonium lord
548906 | Zig:7    | Killed Kiagifyt the pandemonium lord
548906 | Zig:7    | Killed Ajuy the pandemonium lord
548906 | Zig:7    | Killed Mablir the pandemonium lord
548906 | Zig:7    | Killed Wutiull the pandemonium lord
548906 | Zig:7    | Killed Juuset the pandemonium lord
548906 | Zig:7    | Killed Fej Pari the pandemonium lord
548906 | Zig:7    | Killed Aseuf the pandemonium lord
548907 | Zig:7    | Noticed Gustueha the pandemonium lord
548907 | Zig:7    | Killed Ytovos the pandemonium lord
548907 | Zig:7    | Killed Ipienauf the pandemonium lord
548907 | Zig:7    | Killed Hafosk the pandemonium lord
548907 | Zig:7    | Killed Iqich the pandemonium lord
548907 | Zig:7    | Killed Kayqox the pandemonium lord
548908 | Zig:7    | Noticed Jeqon the pandemonium lord
548908 | Zig:7    | Killed Jelaprev the pandemonium lord
548908 | Zig:7    | Killed Das Leysh the pandemonium lord
548908 | Zig:7    | Killed Cezain the pandemonium lord
548908 | Zig:7    | Killed Catwedua the pandemonium lord
548908 | Zig:7    | Killed Ralimock the pandemonium lord
548908 | Zig:7    | Killed Xeuhegei the pandemonium lord
548909 | Zig:7    | Noticed Vipri the pandemonium lord
548910 | Zig:7    | Killed Betuik the pandemonium lord
548911 | Zig:7    | Noticed Pazarrif the pandemonium lord
548911 | Zig:7    | Noticed Wihyecos the pandemonium lord
548911 | Zig:7    | Killed Forhosmu the pandemonium lord
548912 | Zig:7    | Noticed Hasarghits the pandemonium lord
548912 | Zig:7    | Noticed Ungasus the pandemonium lord
548912 | Zig:7    | Killed Lofaide the pandemonium lord
548912 | Zig:7    | Killed Estuifry the pandemonium lord
548912 | Zig:7    | Killed Owoinogi the pandemonium lord
548912 | Zig:7    | Killed Ocyfuc the pandemonium lord
548913 | Zig:7    | Killed Jeqon the pandemonium lord
548913 | Zig:7    | Killed Dongaps the pandemonium lord
548914 | Zig:7    | Killed Vipri the pandemonium lord
548914 | Zig:7    | Killed Ynnooxip the pandemonium lord
548914 | Zig:7    | Killed Hemm the pandemonium lord
548914 | Zig:7    | Killed Araneli the pandemonium lord
548915 | Zig:7    | Noticed Aschau Eryng the pandemonium lord
548915 | Zig:7    | Noticed Doadgh the pandemonium lord
548915 | Zig:7    | Noticed Ituel the pandemonium lord
548915 | Zig:7    | Noticed Raodwuyph the pandemonium lord
548915 | Zig:7    | Noticed Azamyclo the pandemonium lord
548916 | Zig:7    | Noticed Kaleak the pandemonium lord
548916 | Zig:7    | Killed Upex the pandemonium lord
548916 | Zig:7    | Killed Wihyecos the pandemonium lord
548916 | Zig:7    | Killed Japnoeqo the pandemonium lord
548917 | Zig:7    | Noticed Dutyid the pandemonium lord
548917 | Zig:7    | Noticed Galudgh Mixin the pandemonium lord
548917 | Zig:7    | Killed Velan the pandemonium lord
548918 | Zig:7    | Noticed Tacuoson the pandemonium lord
548918 | Zig:7    | Paralysed by a floating eye for 4 turns
548919 | Zig:7    | Noticed Ypsas the pandemonium lord
548920 | Zig:7    | Noticed Winemesu the pandemonium lord
548921 | Zig:7    | Noticed Xeotoisu the pandemonium lord
548921 | Zig:7    | Noticed Vataynn the pandemonium lord
548921 | Zig:7    | Noticed Wegoqicw the pandemonium lord
548922 | Zig:7    | Noticed Hiaso the pandemonium lord
548926 | Zig:7    | Noticed Vesex the pandemonium lord
548926 | Zig:7    | Killed Cammoir the pandemonium lord
548926 | Zig:7    | Killed Ungasus the pandemonium lord
548928 | Zig:7    | Killed Wuxeg Eru the pandemonium lord
548929 | Zig:7    | Killed Galudgh Mixin the pandemonium lord
548930 | Zig:7    | Noticed Nuodwumo the pandemonium lord
548930 | Zig:7    | Killed Ivosimm the pandemonium lord
548931 | Zig:7    | Killed Doadgh the pandemonium lord
548931 | Zig:7    | Killed Jobofo the pandemonium lord
548932 | Zig:7    | Killed Wubuvir the pandemonium lord
548932 | Zig:7    | Killed Ypsas the pandemonium lord
548933 | Zig:7    | Killed Nuodwumo the pandemonium lord
548933 | Zig:7    | Killed Homp the pandemonium lord
548934 | Zig:7    | Killed Hiaso the pandemonium lord
548935 | Zig:7    | Noticed Hoerime the pandemonium lord
548935 | Zig:7    | Killed Tacuoson the pandemonium lord
548937 | Zig:7    | Noticed Dyssu the pandemonium lord
548938 | Zig:7    | Killed Gustueha the pandemonium lord
548938 | Zig:7    | Killed Dyssu the pandemonium lord
548939 | Zig:7    | Killed Exkair the pandemonium lord
548939 | Zig:7    | Killed Vesex the pandemonium lord
548939 | Zig:7    | Killed Hoerime the pandemonium lord
548939 | Zig:7    | Killed Pazarrif the pandemonium lord
548939 | Zig:7    | Killed Aschau Eryng the pandemonium lord
548939 | Zig:7    | Killed Winemesu the pandemonium lord
548939 | Zig:7    | Killed Azamyclo the pandemonium lord
548939 | Zig:7    | Killed Raodwuyph the pandemonium lord
548939 | Zig:7    | Killed Vataynn the pandemonium lord
548941 | Zig:7    | Killed Xeotoisu the pandemonium lord
548943 | Zig:7    | Noticed Etofax the pandemonium lord
548943 | Zig:7    | Killed Dutyid the pandemonium lord
548943 | Zig:7    | Killed Ituel the pandemonium lord
548944 | Zig:7    | Killed Kaleak the pandemonium lord
548944 | Zig:7    | Killed Hanexzy the pandemonium lord
548947 | Zig:7    | Killed Etofax the pandemonium lord
548949 | Zig:7    | Noticed Kastaafi the pandemonium lord
548951 | Zig:7    | Killed Hasarghits the pandemonium lord
548952 | Zig:7    | Killed Wegoqicw the pandemonium lord
548953 | Zig:7    | Noticed Ycoygu the pandemonium lord
548954 | Zig:7    | Killed Kastaafi the pandemonium lord
548958 | Zig:7    | Killed Ycoygu the pandemonium lord
548987 | Zig:7    | Got a warped golden ring
548989 | Zig:7    | Identified the ring "Ceplomu" {rC+ MP+9 EV+2 Int-5} (You found it on level 7 of a ziggurat)
549207 | Zig:8    | Entered Level 8 of a ziggurat
549207 | Zig:8    | Noticed an ancient lich
549207 | Zig:8    | Noticed an ancient lich
549207 | Zig:8    | Noticed an ancient lich
549207 | Zig:8    | Noticed an ancient lich
549207 | Zig:8    | Noticed an ancient lich
549207 | Zig:8    | Noticed an ancient lich
549207 | Zig:8    | Noticed an ancient lich
549207 | Zig:8    | Noticed an ancient lich
549207 | Zig:8    | Noticed an ancient lich
549207 | Zig:8    | Noticed an ancient lich
549207 | Zig:8    | Noticed an ancient lich
549207 | Zig:8    | Noticed an ancient lich
549207 | Zig:8    | Noticed an ancient lich
549207 | Zig:8    | Noticed an ancient lich
549207 | Zig:8    | Noticed an ancient lich
549207 | Zig:8    | Noticed an ancient lich
549207 | Zig:8    | Noticed an ancient lich
549207 | Zig:8    | Noticed an ancient lich
549207 | Zig:8    | Noticed an ancient lich
549207 | Zig:8    | Noticed an ancient lich
549208 | Zig:8    | Killed an ancient lich
549208 | Zig:8    | Killed an ancient lich
549208 | Zig:8    | Killed an ancient lich
549208 | Zig:8    | Killed an ancient lich
549208 | Zig:8    | Killed an ancient lich
549208 | Zig:8    | Killed an ancient lich
549208 | Zig:8    | Killed an ancient lich
549208 | Zig:8    | Noticed an ancient lich
549208 | Zig:8    | Noticed an ancient lich
549209 | Zig:8    | Noticed an ancient lich
549209 | Zig:8    | Killed an ancient lich
549209 | Zig:8    | Killed an ancient lich
549209 | Zig:8    | Killed an ancient lich
549209 | Zig:8    | Killed an ancient lich
549209 | Zig:8    | Killed an ancient lich
549209 | Zig:8    | Killed an ancient lich
549209 | Zig:8    | Killed an ancient lich
549209 | Zig:8    | Killed an ancient lich
549209 | Zig:8    | Killed an ancient lich
549209 | Zig:8    | Killed an ancient lich
549209 | Zig:8    | Killed an ancient lich
549209 | Zig:8    | Killed an ancient lich
549209 | Zig:8    | Killed an ancient lich
549209 | Zig:8    | Killed an ancient lich
549210 | Zig:8    | Noticed an ancient lich
549210 | Zig:8    | Noticed an ancient lich
549211 | Zig:8    | Noticed an ancient lich
549212 | Zig:8    | Noticed an ancient lich
549212 | Zig:8    | Noticed an ancient lich
549212 | Zig:8    | Killed an ancient lich
549214 | Zig:8    | Noticed an ancient lich
549214 | Zig:8    | Noticed an ancient lich
549214 | Zig:8    | Noticed an ancient lich
549214 | Zig:8    | Killed an ancient lich
549214 | Zig:8    | Killed an ancient lich
549214 | Zig:8    | Killed an ancient lich
549214 | Zig:8    | Killed an ancient lich
549215 | Zig:8    | Noticed an ancient lich
549215 | Zig:8    | Noticed an ancient lich
549215 | Zig:8    | Noticed an ancient lich
549215 | Zig:8    | Noticed an ancient lich
549215 | Zig:8    | Killed an ancient lich
549216 | Zig:8    | Noticed an ancient lich
549216 | Zig:8    | Noticed an ancient lich
549216 | Zig:8    | Noticed an ancient lich
549216 | Zig:8    | Noticed an ancient lich
549216 | Zig:8    | Noticed an ancient lich
549216 | Zig:8    | Noticed an ancient lich
549216 | Zig:8    | Noticed an ancient lich
549216 | Zig:8    | Noticed an ancient lich
549216 | Zig:8    | Noticed an ancient lich
549217 | Zig:8    | Noticed an ancient lich
549217 | Zig:8    | Noticed an ancient lich
549217 | Zig:8    | Killed an ancient lich
549217 | Zig:8    | Killed an ancient lich
549217 | Zig:8    | Killed an ancient lich
549217 | Zig:8    | Killed an ancient lich
549217 | Zig:8    | Killed an ancient lich
549217 | Zig:8    | Killed an ancient lich
549217 | Zig:8    | Killed an ancient lich
549217 | Zig:8    | Killed an ancient lich
549217 | Zig:8    | Killed an ancient lich
549217 | Zig:8    | Killed an ancient lich
549217 | Zig:8    | Killed an ancient lich
549217 | Zig:8    | Killed an ancient lich
549218 | Zig:8    | Noticed an ancient lich
549218 | Zig:8    | Noticed an ancient lich
549218 | Zig:8    | Noticed an ancient lich
549219 | Zig:8    | Noticed an ancient lich
549219 | Zig:8    | Noticed an ancient lich
549219 | Zig:8    | Noticed an ancient lich
549220 | Zig:8    | Noticed an ancient lich
549220 | Zig:8    | Killed an ancient lich
549220 | Zig:8    | Killed an ancient lich
549220 | Zig:8    | Killed an ancient lich
549220 | Zig:8    | Killed an ancient lich
549220 | Zig:8    | Killed an ancient lich
549220 | Zig:8    | Killed an ancient lich
549220 | Zig:8    | Killed an ancient lich
549220 | Zig:8    | Killed an ancient lich
549220 | Zig:8    | Killed an ancient lich
549220 | Zig:8    | Killed an ancient lich
549222 | Zig:8    | Killed an ancient lich
549222 | Zig:8    | Killed an ancient lich
549223 | Zig:8    | Killed an ancient lich
549223 | Zig:8    | Killed an ancient lich
549275 | Zig:8    | Identified Caeq's Catalogue of the Escort
549347 | Zig:9    | Entered Level 9 of a ziggurat
549402 | Zig:9    | Killed a starcursed mass
549402 | Zig:9    | Killed a starcursed mass
549432 | Zig:9    | Got a translucent turquoise ring
549435 | Zig:9    | Identified the ring of Yzismyma {rPois rF+ Str+2 SInv} (You found it on level 9 of a ziggurat)
549439 | Zig:9    | Got a clouded lapis lazuli ring
549440 | Zig:9    | Identified the ring "Qisutyh" {rCorr rN++ Str+5} (You found it on level 9 of a ziggurat)
549530 | Zig:10   | Entered Level 10 of a ziggurat
549576 | Zig:10   | Noticed Wecy the pandemonium lord
549591 | Zig:10   | Killed Wecy the pandemonium lord
549629 | Zig:10   | Got a scintillating golden ring
549631 | Zig:10   | Identified the ring of Uzxefoes {rF+ SInv} (You found it on level 10 of a ziggurat)
549641 | Zig:10   | Got a heavily runed granite ring
549642 | Zig:10   | Identified the ring "Tara" {rElec rPois rF+ MR+ Dex+4} (You found it on level 10 of a ziggurat)
549736 | Zig:11   | Entered Level 11 of a ziggurat
549894 | Zig:12   | Entered Level 12 of a ziggurat
549894 | Zig:12   | Noticed a juggernaut
549894 | Zig:12   | Noticed a juggernaut
549894 | Zig:12   | Noticed a juggernaut
549894 | Zig:12   | Noticed a juggernaut
549894 | Zig:12   | Noticed a juggernaut
549894 | Zig:12   | Noticed a juggernaut
549894 | Zig:12   | Noticed a juggernaut
549894 | Zig:12   | Noticed a juggernaut
549894 | Zig:12   | Noticed a juggernaut
549894 | Zig:12   | Noticed a juggernaut
549894 | Zig:12   | Noticed a juggernaut
549894 | Zig:12   | Noticed a juggernaut
549894 | Zig:12   | Noticed a juggernaut
549894 | Zig:12   | Noticed a juggernaut
549894 | Zig:12   | Noticed a juggernaut
549894 | Zig:12   | Noticed a juggernaut
549894 | Zig:12   | Noticed a juggernaut
549894 | Zig:12   | Noticed a juggernaut
549894 | Zig:12   | Noticed a juggernaut
549894 | Zig:12   | Noticed a juggernaut
549897 | Zig:12   | Noticed a juggernaut
549897 | Zig:12   | Noticed a juggernaut
549902 | Zig:12   | Noticed a juggernaut
549908 | Zig:12   | Noticed a juggernaut
549909 | Zig:12   | Noticed a juggernaut
549911 | Zig:12   | Killed a juggernaut
549911 | Zig:12   | Killed a juggernaut
549911 | Zig:12   | Killed a juggernaut
549911 | Zig:12   | Killed a juggernaut
549911 | Zig:12   | Killed a juggernaut
549911 | Zig:12   | Killed a juggernaut
549911 | Zig:12   | Killed a juggernaut
549911 | Zig:12   | Killed a juggernaut
549911 | Zig:12   | Killed a juggernaut
549911 | Zig:12   | Killed a juggernaut
549911 | Zig:12   | Killed a juggernaut
549911 | Zig:12   | Killed a juggernaut
549911 | Zig:12   | Killed a juggernaut
549911 | Zig:12   | Killed a juggernaut
549911 | Zig:12   | Killed a juggernaut
549911 | Zig:12   | Killed a juggernaut
549911 | Zig:12   | Killed a juggernaut
549911 | Zig:12   | Killed a juggernaut
549911 | Zig:12   | Killed a juggernaut
549911 | Zig:12   | Killed a juggernaut
549912 | Zig:12   | Noticed a juggernaut
549912 | Zig:12   | Noticed a juggernaut
549912 | Zig:12   | Noticed a juggernaut
549912 | Zig:12   | Noticed a juggernaut
549912 | Zig:12   | Noticed a juggernaut
549912 | Zig:12   | Noticed a juggernaut
549913 | Zig:12   | Noticed a juggernaut
549913 | Zig:12   | Noticed a juggernaut
549913 | Zig:12   | Noticed a juggernaut
549913 | Zig:12   | Noticed a juggernaut
549913 | Zig:12   | Noticed a juggernaut
549913 | Zig:12   | Noticed a juggernaut
549913 | Zig:12   | Noticed a juggernaut
549915 | Zig:12   | Noticed a juggernaut
549916 | Zig:12   | Noticed a juggernaut
549916 | Zig:12   | Noticed a juggernaut
549916 | Zig:12   | Noticed a juggernaut
549917 | Zig:12   | Noticed a juggernaut
549917 | Zig:12   | Noticed a juggernaut
549920 | Zig:12   | Noticed a juggernaut
549921 | Zig:12   | Killed a juggernaut
549921 | Zig:12   | Killed a juggernaut
549921 | Zig:12   | Killed a juggernaut
549921 | Zig:12   | Killed a juggernaut
549921 | Zig:12   | Killed a juggernaut
549921 | Zig:12   | Killed a juggernaut
549921 | Zig:12   | Killed a juggernaut
549921 | Zig:12   | Killed a juggernaut
549921 | Zig:12   | Killed a juggernaut
549921 | Zig:12   | Killed a juggernaut
549921 | Zig:12   | Killed a juggernaut
549921 | Zig:12   | Killed a juggernaut
549921 | Zig:12   | Killed a juggernaut
549921 | Zig:12   | Killed a juggernaut
549921 | Zig:12   | Killed a juggernaut
549921 | Zig:12   | Killed a juggernaut
549921 | Zig:12   | Killed a juggernaut
549921 | Zig:12   | Killed a juggernaut
549921 | Zig:12   | Killed a juggernaut
549921 | Zig:12   | Killed a juggernaut
549921 | Zig:12   | Killed a juggernaut
549921 | Zig:12   | Killed a juggernaut
549922 | Zig:12   | Noticed a juggernaut
549922 | Zig:12   | Noticed a juggernaut
549922 | Zig:12   | Noticed a juggernaut
549922 | Zig:12   | Noticed a juggernaut
549922 | Zig:12   | Noticed a juggernaut
549923 | Zig:12   | Killed a juggernaut
549924 | Zig:12   | Killed a juggernaut
549925 | Zig:12   | Noticed a juggernaut
549925 | Zig:12   | Noticed a juggernaut
549925 | Zig:12   | Noticed a juggernaut
549926 | Zig:12   | Noticed a juggernaut
549928 | Zig:12   | Noticed a juggernaut
549928 | Zig:12   | Noticed a juggernaut
549929 | Zig:12   | Noticed a juggernaut
549929 | Zig:12   | Noticed a juggernaut
549930 | Zig:12   | Killed a juggernaut
549930 | Zig:12   | Killed a juggernaut
549930 | Zig:12   | Killed a juggernaut
549930 | Zig:12   | Killed a juggernaut
549930 | Zig:12   | Killed a juggernaut
549930 | Zig:12   | Killed a juggernaut
549930 | Zig:12   | Killed a juggernaut
549930 | Zig:12   | Killed a juggernaut
549930 | Zig:12   | Killed a juggernaut
549930 | Zig:12   | Killed a juggernaut
549930 | Zig:12   | Killed a juggernaut
549930 | Zig:12   | Killed a juggernaut
549931 | Zig:12   | Noticed a juggernaut
549931 | Zig:12   | Noticed a juggernaut
549931 | Zig:12   | Noticed a juggernaut
549931 | Zig:12   | Noticed a juggernaut
549931 | Zig:12   | Noticed a juggernaut
549931 | Zig:12   | Noticed a juggernaut
549932 | Zig:12   | Noticed a juggernaut
549932 | Zig:12   | Noticed a juggernaut
549932 | Zig:12   | Noticed a juggernaut
549941 | Zig:12   | Killed a juggernaut
549943 | Zig:12   | Killed a juggernaut
549943 | Zig:12   | Killed a juggernaut
549943 | Zig:12   | Killed a juggernaut
549943 | Zig:12   | Killed a juggernaut
549943 | Zig:12   | Killed a juggernaut
549943 | Zig:12   | Killed a juggernaut
549943 | Zig:12   | Killed a juggernaut
549943 | Zig:12   | Killed a juggernaut
549943 | Zig:12   | Killed a juggernaut
549943 | Zig:12   | Killed a juggernaut
549976 | Zig:12   | Got a translucent granite ring
549978 | Zig:12   | Identified the ring "Erod" {rPois Dex+5 SInv} (You found it on level 12 of a ziggurat)
550108 | Zig:12   | Got a slimy bone ring
550109 | Zig:12   | Identified the ring "Duedgh" {rF+ Slay+3} (You found it on level 12 of a ziggurat)
550114 | Zig:12   | Got a slimy bone ring
550115 | Zig:12   | Identified the ring of Dilided {rPois rF- SInv Stlth+} (You found it on level 12 of a ziggurat)
550165 | Zig:13   | Entered Level 13 of a ziggurat
550165 | Zig:13   | Noticed an ancient lich
550165 | Zig:13   | Noticed an ancient lich
550165 | Zig:13   | Noticed an ancient lich
550165 | Zig:13   | Noticed an ancient lich
550165 | Zig:13   | Noticed an ancient lich
550165 | Zig:13   | Noticed an ancient lich
550165 | Zig:13   | Noticed an ancient lich
550165 | Zig:13   | Noticed an ancient lich
550165 | Zig:13   | Noticed an ancient lich
550165 | Zig:13   | Noticed an ancient lich
550165 | Zig:13   | Noticed an ancient lich
550165 | Zig:13   | Noticed an ancient lich
550165 | Zig:13   | Noticed an ancient lich
550165 | Zig:13   | Noticed an ancient lich
550166 | Zig:13   | Killed an ancient lich
550166 | Zig:13   | Killed an ancient lich
550166 | Zig:13   | Killed an ancient lich
550166 | Zig:13   | Killed an ancient lich
550166 | Zig:13   | Killed an ancient lich
550166 | Zig:13   | Killed an ancient lich
550166 | Zig:13   | Killed an ancient lich
550166 | Zig:13   | Killed an ancient lich
550167 | Zig:13   | Noticed an ancient lich
550167 | Zig:13   | Killed an ancient lich
550167 | Zig:13   | Killed an ancient lich
550167 | Zig:13   | Killed an ancient lich
550167 | Zig:13   | Killed an ancient lich
550167 | Zig:13   | Killed an ancient lich
550167 | Zig:13   | Killed an ancient lich
550167 | Zig:13   | Killed an ancient lich
550170 | Zig:13   | Noticed an ancient lich
550172 | Zig:13   | Noticed an ancient lich
550172 | Zig:13   | Noticed an ancient lich
550173 | Zig:13   | Noticed an ancient lich
550173 | Zig:13   | Noticed an ancient lich
550173 | Zig:13   | Noticed an ancient lich
550174 | Zig:13   | Noticed an ancient lich
550174 | Zig:13   | Noticed an ancient lich
550174 | Zig:13   | Noticed an ancient lich
550174 | Zig:13   | Noticed an ancient lich
550174 | Zig:13   | Noticed an ancient lich
550174 | Zig:13   | Noticed an ancient lich
550174 | Zig:13   | Noticed an ancient lich
550174 | Zig:13   | Killed an ancient lich
550175 | Zig:13   | Noticed an ancient lich
550175 | Zig:13   | Noticed an ancient lich
550175 | Zig:13   | Noticed an ancient lich
550176 | Zig:13   | Noticed an ancient lich
550176 | Zig:13   | Noticed an ancient lich
550176 | Zig:13   | Noticed an ancient lich
550176 | Zig:13   | Noticed an ancient lich
550176 | Zig:13   | Noticed an ancient lich
550177 | Zig:13   | Noticed an ancient lich
550177 | Zig:13   | Noticed an ancient lich
550177 | Zig:13   | Noticed an ancient lich
550177 | Zig:13   | Killed an ancient lich
550177 | Zig:13   | Killed an ancient lich
550177 | Zig:13   | Killed an ancient lich
550177 | Zig:13   | Killed an ancient lich
550177 | Zig:13   | Killed an ancient lich
550177 | Zig:13   | Killed an ancient lich
550177 | Zig:13   | Killed an ancient lich
550177 | Zig:13   | Killed an ancient lich
550177 | Zig:13   | Killed an ancient lich
550177 | Zig:13   | Killed an ancient lich
550177 | Zig:13   | Killed an ancient lich
550177 | Zig:13   | Killed an ancient lich
550177 | Zig:13   | Killed an ancient lich
550177 | Zig:13   | Killed an ancient lich
550178 | Zig:13   | Noticed an ancient lich
550178 | Zig:13   | Killed an ancient lich
550178 | Zig:13   | Killed an ancient lich
550178 | Zig:13   | Killed an ancient lich
550178 | Zig:13   | Killed an ancient lich
550178 | Zig:13   | Killed an ancient lich
550178 | Zig:13   | Killed an ancient lich
550178 | Zig:13   | Killed an ancient lich
550178 | Zig:13   | Killed an ancient lich
550180 | Zig:13   | Noticed an ancient lich
550180 | Zig:13   | Noticed an ancient lich
550181 | Zig:13   | Killed an ancient lich
550183 | Zig:13   | Noticed an ancient lich
550184 | Zig:13   | Noticed an ancient lich
550184 | Zig:13   | Noticed an ancient lich
550184 | Zig:13   | Noticed an ancient lich
550185 | Zig:13   | Noticed an ancient lich
550185 | Zig:13   | Noticed an ancient lich
550185 | Zig:13   | Noticed an ancient lich
550185 | Zig:13   | Killed an ancient lich
550185 | Zig:13   | Killed an ancient lich
550185 | Zig:13   | Killed an ancient lich
550186 | Zig:13   | Noticed an ancient lich
550186 | Zig:13   | Noticed an ancient lich
550188 | Zig:13   | Noticed an ancient lich
550188 | Zig:13   | Killed an ancient lich
550188 | Zig:13   | Killed an ancient lich
550188 | Zig:13   | Killed an ancient lich
550188 | Zig:13   | Killed an ancient lich
550188 | Zig:13   | Killed an ancient lich
550188 | Zig:13   | Killed an ancient lich
550188 | Zig:13   | Killed an ancient lich
550191 | Zig:13   | Killed an ancient lich
550191 | Zig:13   | Killed an ancient lich
550191 | Zig:13   | Killed an ancient lich
550205 | Zig:13   | Identified the cursed +0 helmet "Seest" {MR++ Dex-4} (You found it on level 13 of a ziggurat)
550357 | Zig:14   | Entered Level 14 of a ziggurat
550436 | Zig:14   | Got a coiled tin amulet
550437 | Zig:14   | Identified the amulet of Boxizo {rC+ Regen+} (You found it on level 14 of a ziggurat)
550558 | Zig:15   | Entered Level 15 of a ziggurat
550697 | Zig:15   | Got a sparkling wooden ring
550699 | Zig:15   | Identified the cursed ring "Winasor" {rN++ EV-4 Int+3 Stlth-} (You found it on level 15 of a ziggurat)
550712 | Zig:15   | Identified the Reference Book on Talismans and the Birds
550781 | Zig:15   | Identified the Guide on Unstable Intoxication
550793 | Zig:16   | Entered Level 16 of a ziggurat
550820 | Zig:16   | Noticed Maseef the pandemonium lord
550829 | Zig:16   | Killed Maseef the pandemonium lord
550931 | Zig:16   | Identified the Volume of Transmutation and Orientation
550946 | Zig:16   | Got a faintly glowing steel ring
550948 | Zig:16   | Identified the ring "Sebyf" {+Inv +Fly} (You found it on level 16 of a ziggurat)
550955 | Zig:16   | Got a smoking ruby amulet
550956 | Zig:16   | Identified the amulet of Qazlal's Condemnation {Spirit rN+} (You found it on level 16 of a ziggurat)
550968 | Zig:16   | Got a translucent platinum amulet
550969 | Zig:16   | Identified the amulet "Plog" {+Rage Dex+2} (You found it on level 16 of a ziggurat)
551120 | Zig:17   | Entered Level 17 of a ziggurat
551188 | Zig:17   | Got a twitching amber ring
551190 | Zig:17   | Identified the ring "Konamadora" {rN+ MR++} (You found it on level 17 of a ziggurat)
551296 | Zig:17   | Identified the Guide on Conjuration
551301 | Zig:17   | Identified the cursed +0 shadow dragon scales of the Pink Corner {rPois rCorr Dex+4 Stlth++++} (You found it on level 17 of a ziggurat)
551303 | Zig:17   | Identified the +2 cloak of Ennui {Int+4 Dex+5} (You found it on level 17 of a ziggurat)
551335 | Zig:18   | Entered Level 18 of a ziggurat
551455 | Zig:18   | Got a heavily runed iron ring
551457 | Zig:18   | Identified the ring "Giguuto" {+Inv rF+ Str+3 Dex+3} (You found it on level 18 of a ziggurat)
551477 | Zig:18   | Got a flickering jade ring
551479 | Zig:18   | Identified the ring of Supyica Qara {rF+ rC- Dex+4 Slay+6} (You found it on level 18 of a ziggurat)
551485 | Zig:18   | Got a wavering diamond amulet
551486 | Zig:18   | Identified the amulet of Nucaas {Inacc rF+ Str+3} (You found it on level 18 of a ziggurat)
551653 | Zig:19   | Entered Level 19 of a ziggurat
551744 | Zig:19   | Identified the Guide on Cankerous Transmigration
551749 | Zig:19   | Got a crude lead ring
551751 | Zig:19   | Identified the ring of Adghir {rF+ rC+ rN+} (You found it on level 19 of a ziggurat)
551769 | Zig:19   | Got a vibrating ruby amulet
551770 | Zig:19   | Identified the amulet "Ewey" {Spirit *Drain Str+7} (You found it on level 19 of a ziggurat)
551773 | Zig:19   | Got a faintly glowing tin ring
551774 | Zig:19   | Identified the ring "Etweh" {MP+9 Int+5} (You found it on level 19 of a ziggurat)
551777 | Zig:19   | Identified the Guide on Stolen Souls
551929 | Zig:19   | Identified the cursed +0 broad axe of Cobwebs {flame, *Drain +Blink rF++} (You found it on level 19 of a ziggurat)
551973 | Zig:20   | Entered Level 20 of a ziggurat
552155 | Zig:20   | Got a coiled golden amulet
552156 | Zig:20   | Identified the amulet of Resyuq {Spirit Int+3} (You found it on level 20 of a ziggurat)
552166 | Zig:20   | Identified the +0 pair of gloves of Faet {MR+} (You found it on level 20 of a ziggurat)
552369 | Zig:21   | Entered Level 21 of a ziggurat
552456 | Zig:21   | Got a heavily runed steel ring
552458 | Zig:21   | Identified the ring of Toicana {rN+ Dex+3} (You found it on level 21 of a ziggurat)
552476 | Zig:21   | Identified the Catalogue of Shifting Earth
552621 | Zig:21   | Got a heavily runed tin ring
552622 | Zig:21   | Identified the ring "Leuwnuqur" {*Tele *Corrode MR+ Int+5} (You found it on level 21 of a ziggurat)
552649 | Zig:21   | Got a faintly glowing tin ring
552651 | Zig:21   | Got a scintillating garnet amulet
552652 | Zig:21   | Identified the amulet "Moshro Qautu" {Reflect rF++ rC+ SH+2} (You found it on level 21 of a ziggurat)
552928 | Zig:22   | Entered Level 22 of a ziggurat
552928 | Zig:22   | Noticed a juggernaut
552928 | Zig:22   | Noticed a juggernaut
552928 | Zig:22   | Noticed a juggernaut
552928 | Zig:22   | Noticed a juggernaut
552928 | Zig:22   | Noticed a juggernaut
552928 | Zig:22   | Noticed a juggernaut
552928 | Zig:22   | Noticed a juggernaut
552928 | Zig:22   | Noticed a juggernaut
552928 | Zig:22   | Noticed a juggernaut
552928 | Zig:22   | Noticed a juggernaut
552928 | Zig:22   | Noticed a juggernaut
552930 | Zig:22   | Noticed a juggernaut
552930 | Zig:22   | Noticed a juggernaut
552930 | Zig:22   | Noticed a juggernaut
552931 | Zig:22   | Noticed a juggernaut
552931 | Zig:22   | Noticed a juggernaut
552931 | Zig:22   | Noticed a juggernaut
552931 | Zig:22   | Noticed a juggernaut
552932 | Zig:22   | Noticed a juggernaut
552933 | Zig:22   | Noticed a juggernaut
552934 | Zig:22   | Noticed a juggernaut
552934 | Zig:22   | Noticed a juggernaut
552936 | Zig:22   | Noticed a juggernaut
552937 | Zig:22   | Noticed a juggernaut
552938 | Zig:22   | Killed a juggernaut
552939 | Zig:22   | Noticed a juggernaut
552940 | Zig:22   | Noticed a juggernaut
552940 | Zig:22   | Killed a juggernaut
552940 | Zig:22   | Killed a juggernaut
552940 | Zig:22   | Killed a juggernaut
552940 | Zig:22   | Killed a juggernaut
552940 | Zig:22   | Killed a juggernaut
552940 | Zig:22   | Killed a juggernaut
552940 | Zig:22   | Killed a juggernaut
552940 | Zig:22   | Killed a juggernaut
552940 | Zig:22   | Killed a juggernaut
552940 | Zig:22   | Killed a juggernaut
552940 | Zig:22   | Killed a juggernaut
552940 | Zig:22   | Killed a juggernaut
552940 | Zig:22   | Killed a juggernaut
552940 | Zig:22   | Killed a juggernaut
552940 | Zig:22   | Killed a juggernaut
552940 | Zig:22   | Killed a juggernaut
552940 | Zig:22   | Killed a juggernaut
552940 | Zig:22   | Killed a juggernaut
552940 | Zig:22   | Killed a juggernaut
552940 | Zig:22   | Killed a juggernaut
552940 | Zig:22   | Killed a juggernaut
552940 | Zig:22   | Killed a juggernaut
552941 | Zig:22   | Noticed a juggernaut
552941 | Zig:22   | Noticed a juggernaut
552941 | Zig:22   | Noticed a juggernaut
552941 | Zig:22   | Noticed a juggernaut
552941 | Zig:22   | Noticed a juggernaut
552941 | Zig:22   | Noticed a juggernaut
552941 | Zig:22   | Noticed a juggernaut
552941 | Zig:22   | Noticed a juggernaut
552941 | Zig:22   | Noticed a juggernaut
552942 | Zig:22   | Noticed a juggernaut
552942 | Zig:22   | Noticed a juggernaut
552942 | Zig:22   | Noticed a juggernaut
552943 | Zig:22   | Noticed a juggernaut
552943 | Zig:22   | Noticed a juggernaut
552943 | Zig:22   | Noticed a juggernaut
552943 | Zig:22   | Noticed a juggernaut
552943 | Zig:22   | Noticed a juggernaut
552944 | Zig:22   | Noticed a juggernaut
552951 | Zig:22   | Killed a juggernaut
552953 | Zig:22   | Killed a juggernaut
552953 | Zig:22   | Killed a juggernaut
552953 | Zig:22   | Killed a juggernaut
552953 | Zig:22   | Killed a juggernaut
552953 | Zig:22   | Killed a juggernaut
552953 | Zig:22   | Killed a juggernaut
552953 | Zig:22   | Killed a juggernaut
552953 | Zig:22   | Killed a juggernaut
552953 | Zig:22   | Killed a juggernaut
552953 | Zig:22   | Killed a juggernaut
552953 | Zig:22   | Killed a juggernaut
552953 | Zig:22   | Killed a juggernaut
552953 | Zig:22   | Killed a juggernaut
552953 | Zig:22   | Killed a juggernaut
552953 | Zig:22   | Killed a juggernaut
552953 | Zig:22   | Killed a juggernaut
552953 | Zig:22   | Killed a juggernaut
552953 | Zig:22   | Killed a juggernaut
552953 | Zig:22   | Killed a juggernaut
552953 | Zig:22   | Killed a juggernaut
552954 | Zig:22   | Noticed a juggernaut
552954 | Zig:22   | Noticed a juggernaut
552954 | Zig:22   | Noticed a juggernaut
552954 | Zig:22   | Noticed a juggernaut
552954 | Zig:22   | Noticed a juggernaut
552954 | Zig:22   | Noticed a juggernaut
552955 | Zig:22   | Noticed a juggernaut
552955 | Zig:22   | Noticed a juggernaut
552956 | Zig:22   | Noticed a juggernaut
552956 | Zig:22   | Noticed a juggernaut
552956 | Zig:22   | Noticed a juggernaut
552956 | Zig:22   | Noticed a juggernaut
552956 | Zig:22   | Noticed a juggernaut
552956 | Zig:22   | Noticed a juggernaut
552957 | Zig:22   | Noticed a juggernaut
552957 | Zig:22   | Noticed a juggernaut
552959 | Zig:22   | Noticed a juggernaut
552959 | Zig:22   | Noticed a juggernaut
552960 | Zig:22   | Noticed a juggernaut
552965 | Zig:22   | Noticed a juggernaut
552965 | Zig:22   | Noticed a juggernaut
552965 | Zig:22   | Killed a juggernaut
552965 | Zig:22   | Killed a juggernaut
552965 | Zig:22   | Killed a juggernaut
552965 | Zig:22   | Killed a juggernaut
552965 | Zig:22   | Killed a juggernaut
552965 | Zig:22   | Killed a juggernaut
552965 | Zig:22   | Killed a juggernaut
552965 | Zig:22   | Killed a juggernaut
552965 | Zig:22   | Killed a juggernaut
552965 | Zig:22   | Killed a juggernaut
552965 | Zig:22   | Killed a juggernaut
552965 | Zig:22   | Killed a juggernaut
552965 | Zig:22   | Killed a juggernaut
552965 | Zig:22   | Killed a juggernaut
552965 | Zig:22   | Killed a juggernaut
552965 | Zig:22   | Killed a juggernaut
552965 | Zig:22   | Killed a juggernaut
552965 | Zig:22   | Killed a juggernaut
552966 | Zig:22   | Noticed a juggernaut
552966 | Zig:22   | Noticed a juggernaut
552966 | Zig:22   | Noticed a juggernaut
552966 | Zig:22   | Noticed a juggernaut
552966 | Zig:22   | Noticed a juggernaut
552966 | Zig:22   | Noticed a juggernaut
552966 | Zig:22   | Noticed a juggernaut
552966 | Zig:22   | Noticed a juggernaut
552966 | Zig:22   | Noticed a juggernaut
552966 | Zig:22   | Noticed a juggernaut
552967 | Zig:22   | Noticed a juggernaut
552967 | Zig:22   | Noticed a juggernaut
552967 | Zig:22   | Noticed a juggernaut
552967 | Zig:22   | Noticed a juggernaut
552967 | Zig:22   | Noticed a juggernaut
552967 | Zig:22   | Noticed a juggernaut
552967 | Zig:22   | Noticed a juggernaut
552968 | Zig:22   | Noticed a juggernaut
552968 | Zig:22   | Noticed a juggernaut
552968 | Zig:22   | Noticed a juggernaut
552968 | Zig:22   | Noticed a juggernaut
552969 | Zig:22   | Noticed a juggernaut
552970 | Zig:22   | Noticed a juggernaut
552970 | Zig:22   | Noticed a juggernaut
552971 | Zig:22   | Noticed a juggernaut
552972 | Zig:22   | Noticed a juggernaut
552972 | Zig:22   | Noticed a juggernaut
552972 | Zig:22   | Noticed a juggernaut
552972 | Zig:22   | Noticed a juggernaut
552974 | Zig:22   | Noticed a juggernaut
552978 | Zig:22   | Noticed a juggernaut
552978 | Zig:22   | Killed a juggernaut
552978 | Zig:22   | Killed a juggernaut
552978 | Zig:22   | Killed a juggernaut
552978 | Zig:22   | Killed a juggernaut
552978 | Zig:22   | Killed a juggernaut
552978 | Zig:22   | Killed a juggernaut
552978 | Zig:22   | Killed a juggernaut
552978 | Zig:22   | Killed a juggernaut
552978 | Zig:22   | Killed a juggernaut
552978 | Zig:22   | Killed a juggernaut
552978 | Zig:22   | Killed a juggernaut
552978 | Zig:22   | Killed a juggernaut
552978 | Zig:22   | Killed a juggernaut
552978 | Zig:22   | Killed a juggernaut
552978 | Zig:22   | Killed a juggernaut
552978 | Zig:22   | Killed a juggernaut
552978 | Zig:22   | Killed a juggernaut
552978 | Zig:22   | Killed a juggernaut
552978 | Zig:22   | Killed a juggernaut
552978 | Zig:22   | Killed a juggernaut
552978 | Zig:22   | Killed a juggernaut
552978 | Zig:22   | Killed a juggernaut
552978 | Zig:22   | Killed a juggernaut
552978 | Zig:22   | Killed a juggernaut
552978 | Zig:22   | Killed a juggernaut
552979 | Zig:22   | Noticed a juggernaut
552979 | Zig:22   | Noticed a juggernaut
552979 | Zig:22   | Noticed a juggernaut
552979 | Zig:22   | Noticed a juggernaut
552979 | Zig:22   | Noticed a juggernaut
552979 | Zig:22   | Noticed a juggernaut
552979 | Zig:22   | Noticed a juggernaut
552979 | Zig:22   | Noticed a juggernaut
552979 | Zig:22   | Noticed a juggernaut
552979 | Zig:22   | Noticed a juggernaut
552979 | Zig:22   | Noticed a juggernaut
552980 | Zig:22   | Noticed a juggernaut
552980 | Zig:22   | Noticed a juggernaut
552980 | Zig:22   | Noticed a juggernaut
552981 | Zig:22   | Noticed a juggernaut
552981 | Zig:22   | Noticed a juggernaut
552981 | Zig:22   | Noticed a juggernaut
552982 | Zig:22   | Noticed a juggernaut
552982 | Zig:22   | Noticed a juggernaut
552982 | Zig:22   | Noticed a juggernaut
552982 | Zig:22   | Noticed a juggernaut
552985 | Zig:22   | Noticed a juggernaut
552987 | Zig:22   | Killed a juggernaut
552987 | Zig:22   | Killed a juggernaut
552987 | Zig:22   | Killed a juggernaut
552987 | Zig:22   | Killed a juggernaut
552987 | Zig:22   | Killed a juggernaut
552987 | Zig:22   | Killed a juggernaut
552987 | Zig:22   | Killed a juggernaut
552987 | Zig:22   | Killed a juggernaut
552987 | Zig:22   | Killed a juggernaut
552987 | Zig:22   | Killed a juggernaut
552987 | Zig:22   | Killed a juggernaut
552987 | Zig:22   | Killed a juggernaut
552987 | Zig:22   | Killed a juggernaut
552987 | Zig:22   | Killed a juggernaut
552987 | Zig:22   | Killed a juggernaut
552987 | Zig:22   | Killed a juggernaut
552987 | Zig:22   | Killed a juggernaut
552987 | Zig:22   | Killed a juggernaut
552987 | Zig:22   | Killed a juggernaut
552987 | Zig:22   | Killed a juggernaut
552987 | Zig:22   | Killed a juggernaut
552987 | Zig:22   | Killed a juggernaut
552987 | Zig:22   | Killed a juggernaut
552987 | Zig:22   | Killed a juggernaut
552987 | Zig:22   | Killed a juggernaut
552987 | Zig:22   | Killed a juggernaut
552987 | Zig:22   | Killed a juggernaut
552987 | Zig:22   | Killed a juggernaut
552987 | Zig:22   | Killed a juggernaut
552987 | Zig:22   | Killed a juggernaut
552987 | Zig:22   | Killed a juggernaut
552988 | Zig:22   | Noticed a juggernaut
552988 | Zig:22   | Noticed a juggernaut
552988 | Zig:22   | Noticed a juggernaut
552988 | Zig:22   | Noticed a juggernaut
552988 | Zig:22   | Noticed a juggernaut
552988 | Zig:22   | Noticed a juggernaut
552988 | Zig:22   | Noticed a juggernaut
552988 | Zig:22   | Noticed a juggernaut
552989 | Zig:22   | Noticed a juggernaut
552989 | Zig:22   | Noticed a juggernaut
552989 | Zig:22   | Noticed a juggernaut
552989 | Zig:22   | Noticed a juggernaut
552989 | Zig:22   | Noticed a juggernaut
552989 | Zig:22   | Noticed a juggernaut
552990 | Zig:22   | Noticed a juggernaut
552990 | Zig:22   | Noticed a juggernaut
552990 | Zig:22   | Noticed a juggernaut
552991 | Zig:22   | Noticed a juggernaut
552991 | Zig:22   | Noticed a juggernaut
552992 | Zig:22   | Noticed a juggernaut
552992 | Zig:22   | Noticed a juggernaut
552994 | Zig:22   | Noticed a juggernaut
552995 | Zig:22   | Killed a juggernaut
552995 | Zig:22   | Killed a juggernaut
552995 | Zig:22   | Killed a juggernaut
552995 | Zig:22   | Killed a juggernaut
552995 | Zig:22   | Killed a juggernaut
552995 | Zig:22   | Killed a juggernaut
552995 | Zig:22   | Killed a juggernaut
552995 | Zig:22   | Killed a juggernaut
552995 | Zig:22   | Killed a juggernaut
552995 | Zig:22   | Killed a juggernaut
552995 | Zig:22   | Killed a juggernaut
552995 | Zig:22   | Killed a juggernaut
552995 | Zig:22   | Killed a juggernaut
552995 | Zig:22   | Killed a juggernaut
552995 | Zig:22   | Killed a juggernaut
552995 | Zig:22   | Killed a juggernaut
552995 | Zig:22   | Killed a juggernaut
552995 | Zig:22   | Killed a juggernaut
552996 | Zig:22   | Noticed a juggernaut
552996 | Zig:22   | Noticed a juggernaut
552996 | Zig:22   | Noticed a juggernaut
552996 | Zig:22   | Noticed a juggernaut
552996 | Zig:22   | Noticed a juggernaut
552996 | Zig:22   | Noticed a juggernaut
552996 | Zig:22   | Noticed a juggernaut
552996 | Zig:22   | Noticed a juggernaut
552997 | Zig:22   | Noticed a juggernaut
552997 | Zig:22   | Noticed a juggernaut
552997 | Zig:22   | Noticed a juggernaut
552997 | Zig:22   | Noticed a juggernaut
552997 | Zig:22   | Noticed a juggernaut
552998 | Zig:22   | Noticed a juggernaut
552998 | Zig:22   | Noticed a juggernaut
553000 | Zig:22   | Noticed a juggernaut
553001 | Zig:22   | Noticed a juggernaut
553002 | Zig:22   | Killed a juggernaut
553002 | Zig:22   | Killed a juggernaut
553002 | Zig:22   | Killed a juggernaut
553002 | Zig:22   | Killed a juggernaut
553002 | Zig:22   | Killed a juggernaut
553002 | Zig:22   | Killed a juggernaut
553002 | Zig:22   | Killed a juggernaut
553002 | Zig:22   | Killed a juggernaut
553002 | Zig:22   | Killed a juggernaut
553002 | Zig:22   | Killed a juggernaut
553002 | Zig:22   | Killed a juggernaut
553002 | Zig:22   | Killed a juggernaut
553002 | Zig:22   | Killed a juggernaut
553002 | Zig:22   | Killed a juggernaut
553002 | Zig:22   | Killed a juggernaut
553002 | Zig:22   | Killed a juggernaut
553002 | Zig:22   | Killed a juggernaut
553002 | Zig:22   | Killed a juggernaut
553002 | Zig:22   | Killed a juggernaut
553002 | Zig:22   | Killed a juggernaut
553002 | Zig:22   | Killed a juggernaut
553003 | Zig:22   | Noticed a juggernaut
553003 | Zig:22   | Noticed a juggernaut
553003 | Zig:22   | Noticed a juggernaut
553005 | Zig:22   | Noticed a juggernaut
553005 | Zig:22   | Noticed a juggernaut
553006 | Zig:22   | Noticed a juggernaut
553011 | Zig:22   | Noticed a juggernaut
553013 | Zig:22   | Killed a juggernaut
553013 | Zig:22   | Killed a juggernaut
553013 | Zig:22   | Killed a juggernaut
553013 | Zig:22   | Killed a juggernaut
553013 | Zig:22   | Killed a juggernaut
553013 | Zig:22   | Killed a juggernaut
553013 | Zig:22   | Killed a juggernaut
553014 | Zig:22   | Noticed a juggernaut
553016 | Zig:22   | Noticed a juggernaut
553026 | Zig:22   | Killed a juggernaut
553026 | Zig:22   | Killed a juggernaut
553027 | Zig:22   | Noticed a juggernaut
553028 | Zig:22   | Noticed a juggernaut
553028 | Zig:22   | Noticed a juggernaut
553034 | Zig:22   | Killed a juggernaut
553034 | Zig:22   | Killed a juggernaut
553035 | Zig:22   | Killed a juggernaut
553053 | Zig:22   | Identified the +2 pair of boots of the Secret Places {rN+ Regen+ Str+3 Int-3} (You found it on level 22 of a ziggurat)
553201 | Zig:22   | Got a pitted granite ring
553203 | Zig:22   | Identified the ring "Qogic" {rElec MP-9 AC+3 Str+2 Stlth+} (You found it on level 21 of a ziggurat)
553206 | Zig:22   | Identified the ring of Uviqak {Ice Dex+3} (You found it on level 22 of a ziggurat)
553320 | Zig:22   | Identified the Collected Works on Dislocation and Feathers
553324 | Zig:22   | Got a sparkling platinum ring
553325 | Zig:22   | Identified the ring "Cejufoh" {Int+3 Stlth-} (You found it on level 22 of a ziggurat)
553352 | Zig:22   | Identified the Guide on the Icy Entourage
553437 | Zig:23   | Entered Level 23 of a ziggurat
553439 | Zig:23   | Noticed a juggernaut
553440 | Zig:23   | Noticed a juggernaut
553440 | Zig:23   | Noticed a juggernaut
553440 | Zig:23   | Noticed a juggernaut
553440 | Zig:23   | Noticed a juggernaut
553441 | Zig:23   | Noticed a juggernaut
553441 | Zig:23   | Noticed a juggernaut
553441 | Zig:23   | Noticed a juggernaut
553441 | Zig:23   | Noticed a juggernaut
553442 | Zig:23   | Noticed a juggernaut
553442 | Zig:23   | Noticed a juggernaut
553442 | Zig:23   | Noticed a juggernaut
553442 | Zig:23   | Noticed a juggernaut
553442 | Zig:23   | Noticed a juggernaut
553442 | Zig:23   | Noticed a juggernaut
553442 | Zig:23   | Noticed a juggernaut
553442 | Zig:23   | Noticed a juggernaut
553443 | Zig:23   | Noticed a juggernaut
553443 | Zig:23   | Noticed a juggernaut
553443 | Zig:23   | Noticed a juggernaut
553443 | Zig:23   | Noticed a juggernaut
553443 | Zig:23   | Noticed a juggernaut
553444 | Zig:23   | Noticed a juggernaut
553444 | Zig:23   | Noticed a juggernaut
553444 | Zig:23   | Noticed a juggernaut
553444 | Zig:23   | Killed a juggernaut
553444 | Zig:23   | Killed a juggernaut
553445 | Zig:23   | Noticed a juggernaut
553445 | Zig:23   | Noticed a juggernaut
553445 | Zig:23   | Noticed a juggernaut
553445 | Zig:23   | Noticed a juggernaut
553445 | Zig:23   | Noticed a juggernaut
553446 | Zig:23   | Noticed a juggernaut
553447 | Zig:23   | Noticed a juggernaut
553449 | Zig:23   | Noticed a juggernaut
553450 | Zig:23   | Noticed a juggernaut
553450 | Zig:23   | Killed a juggernaut
553450 | Zig:23   | Killed a juggernaut
553450 | Zig:23   | Killed a juggernaut
553450 | Zig:23   | Killed a juggernaut
553450 | Zig:23   | Killed a juggernaut
553450 | Zig:23   | Killed a juggernaut
553450 | Zig:23   | Killed a juggernaut
553450 | Zig:23   | Killed a juggernaut
553450 | Zig:23   | Killed a juggernaut
553450 | Zig:23   | Killed a juggernaut
553450 | Zig:23   | Killed a juggernaut
553450 | Zig:23   | Killed a juggernaut
553450 | Zig:23   | Killed a juggernaut
553450 | Zig:23   | Killed a juggernaut
553450 | Zig:23   | Killed a juggernaut
553450 | Zig:23   | Killed a juggernaut
553450 | Zig:23   | Killed a juggernaut
553450 | Zig:23   | Killed a juggernaut
553450 | Zig:23   | Killed a juggernaut
553450 | Zig:23   | Killed a juggernaut
553450 | Zig:23   | Killed a juggernaut
553450 | Zig:23   | Killed a juggernaut
553450 | Zig:23   | Killed a juggernaut
553450 | Zig:23   | Killed a juggernaut
553450 | Zig:23   | Killed a juggernaut
553450 | Zig:23   | Killed a juggernaut
553450 | Zig:23   | Killed a juggernaut
553450 | Zig:23   | Killed a juggernaut
553450 | Zig:23   | Killed a juggernaut
553450 | Zig:23   | Killed a juggernaut
553450 | Zig:23   | Killed a juggernaut
553451 | Zig:23   | Noticed a juggernaut
553451 | Zig:23   | Noticed a juggernaut
553451 | Zig:23   | Noticed a juggernaut
553451 | Zig:23   | Noticed a juggernaut
553451 | Zig:23   | Noticed a juggernaut
553451 | Zig:23   | Noticed a juggernaut
553451 | Zig:23   | Noticed a juggernaut
553451 | Zig:23   | Noticed a juggernaut
553452 | Zig:23   | Noticed a juggernaut
553452 | Zig:23   | Noticed a juggernaut
553452 | Zig:23   | Noticed a juggernaut
553452 | Zig:23   | Noticed a juggernaut
553452 | Zig:23   | Noticed a juggernaut
553452 | Zig:23   | Noticed a juggernaut
553453 | Zig:23   | Noticed a juggernaut
553453 | Zig:23   | Noticed a juggernaut
553457 | Zig:23   | Noticed a juggernaut
553460 | Zig:23   | Noticed a juggernaut
553460 | Zig:23   | Noticed a juggernaut
553462 | Zig:23   | Noticed a juggernaut
553462 | Zig:23   | Noticed a juggernaut
553463 | Zig:23   | Noticed a juggernaut
553463 | Zig:23   | Noticed a juggernaut
553463 | Zig:23   | Noticed a juggernaut
553463 | Zig:23   | Noticed a juggernaut
553463 | Zig:23   | Noticed a juggernaut
553463 | Zig:23   | Noticed a juggernaut
553463 | Zig:23   | Noticed a juggernaut
553463 | Zig:23   | Killed a juggernaut
553463 | Zig:23   | Killed a juggernaut
553463 | Zig:23   | Killed a juggernaut
553463 | Zig:23   | Killed a juggernaut
553463 | Zig:23   | Killed a juggernaut
553463 | Zig:23   | Killed a juggernaut
553463 | Zig:23   | Killed a juggernaut
553463 | Zig:23   | Killed a juggernaut
553463 | Zig:23   | Killed a juggernaut
553463 | Zig:23   | Killed a juggernaut
553463 | Zig:23   | Killed a juggernaut
553463 | Zig:23   | Killed a juggernaut
553463 | Zig:23   | Killed a juggernaut
553463 | Zig:23   | Killed a juggernaut
553463 | Zig:23   | Killed a juggernaut
553463 | Zig:23   | Killed a juggernaut
553463 | Zig:23   | Killed a juggernaut
553463 | Zig:23   | Killed a juggernaut
553464 | Zig:23   | Noticed a juggernaut
553464 | Zig:23   | Noticed a juggernaut
553464 | Zig:23   | Noticed a juggernaut
553464 | Zig:23   | Noticed a juggernaut
553464 | Zig:23   | Noticed a juggernaut
553464 | Zig:23   | Noticed a juggernaut
553464 | Zig:23   | Noticed a juggernaut
553464 | Zig:23   | Noticed a juggernaut
553466 | Zig:23   | Noticed a juggernaut
553467 | Zig:23   | Noticed a juggernaut
553468 | Zig:23   | Noticed a juggernaut
553468 | Zig:23   | Killed a juggernaut
553468 | Zig:23   | Killed a juggernaut
553468 | Zig:23   | Killed a juggernaut
553468 | Zig:23   | Killed a juggernaut
553468 | Zig:23   | Killed a juggernaut
553468 | Zig:23   | Killed a juggernaut
553468 | Zig:23   | Killed a juggernaut
553468 | Zig:23   | Killed a juggernaut
553468 | Zig:23   | Killed a juggernaut
553468 | Zig:23   | Killed a juggernaut
553468 | Zig:23   | Killed a juggernaut
553468 | Zig:23   | Killed a juggernaut
553468 | Zig:23   | Killed a juggernaut
553468 | Zig:23   | Killed a juggernaut
553468 | Zig:23   | Killed a juggernaut
553468 | Zig:23   | Killed a juggernaut
553468 | Zig:23   | Killed a juggernaut
553468 | Zig:23   | Killed a juggernaut
553468 | Zig:23   | Killed a juggernaut
553469 | Zig:23   | Noticed a juggernaut
553469 | Zig:23   | Noticed a juggernaut
553469 | Zig:23   | Noticed a juggernaut
553469 | Zig:23   | Noticed a juggernaut
553470 | Zig:23   | Noticed a juggernaut
553470 | Zig:23   | Noticed a juggernaut
553470 | Zig:23   | Noticed a juggernaut
553470 | Zig:23   | Noticed a juggernaut
553470 | Zig:23   | Noticed a juggernaut
553471 | Zig:23   | Noticed a juggernaut
553471 | Zig:23   | Noticed a juggernaut
553471 | Zig:23   | Noticed a juggernaut
553472 | Zig:23   | Noticed a juggernaut
553472 | Zig:23   | Noticed a juggernaut
553472 | Zig:23   | Noticed a juggernaut
553473 | Zig:23   | Noticed a juggernaut
553474 | Zig:23   | Noticed a juggernaut
553474 | Zig:23   | Noticed a juggernaut
553476 | Zig:23   | Noticed a juggernaut
553476 | Zig:23   | Killed a juggernaut
553478 | Zig:23   | Noticed a juggernaut
553478 | Zig:23   | Killed a juggernaut
553478 | Zig:23   | Killed a juggernaut
553478 | Zig:23   | Killed a juggernaut
553478 | Zig:23   | Killed a juggernaut
553478 | Zig:23   | Killed a juggernaut
553478 | Zig:23   | Killed a juggernaut
553478 | Zig:23   | Killed a juggernaut
553478 | Zig:23   | Killed a juggernaut
553478 | Zig:23   | Killed a juggernaut
553478 | Zig:23   | Killed a juggernaut
553478 | Zig:23   | Killed a juggernaut
553478 | Zig:23   | Killed a juggernaut
553478 | Zig:23   | Killed a juggernaut
553478 | Zig:23   | Killed a juggernaut
553478 | Zig:23   | Killed a juggernaut
553478 | Zig:23   | Killed a juggernaut
553478 | Zig:23   | Killed a juggernaut
553478 | Zig:23   | Killed a juggernaut
553478 | Zig:23   | Killed a juggernaut
553478 | Zig:23   | Killed a juggernaut
553478 | Zig:23   | Killed a juggernaut
553479 | Zig:23   | Noticed a juggernaut
553479 | Zig:23   | Noticed a juggernaut
553479 | Zig:23   | Noticed a juggernaut
553479 | Zig:23   | Noticed a juggernaut
553479 | Zig:23   | Noticed a juggernaut
553479 | Zig:23   | Noticed a juggernaut
553479 | Zig:23   | Noticed a juggernaut
553479 | Zig:23   | Noticed a juggernaut
553479 | Zig:23   | Noticed a juggernaut
553480 | Zig:23   | Noticed a juggernaut
553480 | Zig:23   | Noticed a juggernaut
553480 | Zig:23   | Noticed a juggernaut
553480 | Zig:23   | Noticed a juggernaut
553481 | Zig:23   | Noticed a juggernaut
553481 | Zig:23   | Noticed a juggernaut
553481 | Zig:23   | Noticed a juggernaut
553481 | Zig:23   | Noticed a juggernaut
553481 | Zig:23   | Noticed a juggernaut
553481 | Zig:23   | Noticed a juggernaut
553481 | Zig:23   | Noticed a juggernaut
553481 | Zig:23   | Noticed a juggernaut
553486 | Zig:23   | Noticed a juggernaut
553486 | Zig:23   | Killed a juggernaut
553486 | Zig:23   | Killed a juggernaut
553486 | Zig:23   | Killed a juggernaut
553486 | Zig:23   | Killed a juggernaut
553486 | Zig:23   | Killed a juggernaut
553486 | Zig:23   | Killed a juggernaut
553486 | Zig:23   | Killed a juggernaut
553486 | Zig:23   | Killed a juggernaut
553486 | Zig:23   | Killed a juggernaut
553486 | Zig:23   | Killed a juggernaut
553486 | Zig:23   | Killed a juggernaut
553486 | Zig:23   | Killed a juggernaut
553486 | Zig:23   | Killed a juggernaut
553486 | Zig:23   | Killed a juggernaut
553486 | Zig:23   | Killed a juggernaut
553486 | Zig:23   | Killed a juggernaut
553486 | Zig:23   | Killed a juggernaut
553486 | Zig:23   | Killed a juggernaut
553486 | Zig:23   | Killed a juggernaut
553486 | Zig:23   | Killed a juggernaut
553486 | Zig:23   | Killed a juggernaut
553486 | Zig:23   | Killed a juggernaut
553488 | Zig:23   | Noticed a juggernaut
553489 | Zig:23   | Noticed a juggernaut
553493 | Zig:23   | Noticed a juggernaut
553495 | Zig:23   | Killed a juggernaut
553495 | Zig:23   | Killed a juggernaut
553495 | Zig:23   | Killed a juggernaut
553508 | Zig:23   | Killed a juggernaut
553541 | Zig:23   | Got a steaming sapphire amulet
553542 | Zig:23   | Identified the amulet "Mosa" {Gourm +Blink Str-4 Slay+3} (You found it on level 23 of a ziggurat)
553552 | Zig:23   | Identified Ijabil's Incunabulum of the Ashen Blaze
553577 | Zig:23   | Got a smoking bone amulet
553579 | Zig:23   | Identified the amulet "Aminwubum" {Harm *Drain rPois rN+ Str+6} (You found it on level 23 of a ziggurat)
553911 | Zig:23   | Identified the Reference Book on Confrontation and Translocation
553918 | Zig:24   | Entered Level 24 of a ziggurat
553921 | Zig:24   | Noticed a greater mummy
553921 | Zig:24   | Noticed a greater mummy
553921 | Zig:24   | Noticed a greater mummy
553922 | Zig:24   | Noticed a greater mummy
553922 | Zig:24   | Noticed a greater mummy
553922 | Zig:24   | Noticed a greater mummy
553923 | Zig:24   | Noticed a greater mummy
553923 | Zig:24   | Noticed a greater mummy
553924 | Zig:24   | Noticed a greater mummy
553924 | Zig:24   | Noticed a greater mummy
553925 | Zig:24   | Killed a greater mummy
553926 | Zig:24   | Noticed a greater mummy
553926 | Zig:24   | Noticed a greater mummy
553926 | Zig:24   | Noticed a greater mummy
553926 | Zig:24   | Noticed a greater mummy
553926 | Zig:24   | Killed a greater mummy
553926 | Zig:24   | Killed a greater mummy
553926 | Zig:24   | Killed a greater mummy
553926 | Zig:24   | Killed a greater mummy
553926 | Zig:24   | Killed a greater mummy
553926 | Zig:24   | Killed a greater mummy
553926 | Zig:24   | Killed a greater mummy
553927 | Zig:24   | Noticed a greater mummy
553927 | Zig:24   | Noticed a greater mummy
553927 | Zig:24   | Noticed a greater mummy
553927 | Zig:24   | Noticed a greater mummy
553927 | Zig:24   | Noticed a greater mummy
553928 | Zig:24   | Noticed a greater mummy
553928 | Zig:24   | Noticed a greater mummy
553928 | Zig:24   | Noticed a greater mummy
553929 | Zig:24   | Killed a greater mummy
553929 | Zig:24   | Killed a greater mummy
553929 | Zig:24   | Killed a greater mummy
553930 | Zig:24   | Noticed a greater mummy
553930 | Zig:24   | Noticed a greater mummy
553930 | Zig:24   | Noticed a greater mummy
553930 | Zig:24   | Noticed a greater mummy
553930 | Zig:24   | Noticed a greater mummy
553930 | Zig:24   | Noticed a greater mummy
553930 | Zig:24   | Noticed a greater mummy
553930 | Zig:24   | Noticed a greater mummy
553930 | Zig:24   | Killed a greater mummy
553930 | Zig:24   | Killed a greater mummy
553930 | Zig:24   | Killed a greater mummy
553931 | Zig:24   | Noticed a greater mummy
553931 | Zig:24   | Noticed a greater mummy
553931 | Zig:24   | Noticed a greater mummy
553931 | Zig:24   | Killed a greater mummy
553931 | Zig:24   | Killed a greater mummy
553931 | Zig:24   | Killed a greater mummy
553932 | Zig:24   | Noticed a greater mummy
553932 | Zig:24   | Noticed a greater mummy
553932 | Zig:24   | Noticed a greater mummy
553932 | Zig:24   | Noticed a greater mummy
553932 | Zig:24   | Noticed a greater mummy
553932 | Zig:24   | Noticed a greater mummy
553932 | Zig:24   | Killed a greater mummy
553932 | Zig:24   | Killed a greater mummy
553932 | Zig:24   | Killed a greater mummy
553932 | Zig:24   | Killed a greater mummy
553933 | Zig:24   | Noticed a greater mummy
553933 | Zig:24   | Noticed a greater mummy
553933 | Zig:24   | Noticed a greater mummy
553933 | Zig:24   | Killed a greater mummy
553933 | Zig:24   | Killed a greater mummy
553933 | Zig:24   | Killed a greater mummy
553933 | Zig:24   | Killed a greater mummy
553933 | Zig:24   | Killed a greater mummy
553933 | Zig:24   | Killed a greater mummy
553933 | Zig:24   | Killed a greater mummy
553933 | Zig:24   | Killed a greater mummy
553933 | Zig:24   | Killed a greater mummy
553933 | Zig:24   | Killed a greater mummy
553933 | Zig:24   | Killed a greater mummy
553933 | Zig:24   | Killed a greater mummy
553933 | Zig:24   | Killed a greater mummy
553934 | Zig:24   | Noticed a greater mummy
553934 | Zig:24   | Noticed a greater mummy
553934 | Zig:24   | Noticed a greater mummy
553934 | Zig:24   | Noticed a greater mummy
553934 | Zig:24   | Noticed a greater mummy
553934 | Zig:24   | Noticed a greater mummy
553934 | Zig:24   | Noticed a greater mummy
553934 | Zig:24   | Noticed a greater mummy
553934 | Zig:24   | Killed a greater mummy
553934 | Zig:24   | Killed a greater mummy
553935 | Zig:24   | Killed a greater mummy
553935 | Zig:24   | Killed a greater mummy
553935 | Zig:24   | Killed a greater mummy
553935 | Zig:24   | Killed a greater mummy
553936 | Zig:24   | Noticed a greater mummy
553936 | Zig:24   | Noticed a greater mummy
553936 | Zig:24   | Noticed a greater mummy
553936 | Zig:24   | Noticed a greater mummy
553937 | Zig:24   | Noticed a greater mummy
553937 | Zig:24   | Noticed a greater mummy
553937 | Zig:24   | Noticed a greater mummy
553937 | Zig:24   | Noticed a greater mummy
553937 | Zig:24   | Killed a greater mummy
553937 | Zig:24   | Killed a greater mummy
553937 | Zig:24   | Killed a greater mummy
553937 | Zig:24   | Killed a greater mummy
553937 | Zig:24   | Killed a greater mummy
553937 | Zig:24   | Killed a greater mummy
553937 | Zig:24   | Killed a greater mummy
553937 | Zig:24   | Killed a greater mummy
553937 | Zig:24   | Killed a greater mummy
553937 | Zig:24   | Killed a greater mummy
553937 | Zig:24   | Killed a greater mummy
553937 | Zig:24   | Killed a greater mummy
553937 | Zig:24   | Killed a greater mummy
553937 | Zig:24   | Killed a greater mummy
553937 | Zig:24   | Killed a greater mummy
553938 | Zig:24   | Noticed a greater mummy
553938 | Zig:24   | Noticed a greater mummy
553938 | Zig:24   | Noticed a greater mummy
553938 | Zig:24   | Noticed a greater mummy
553938 | Zig:24   | Noticed a greater mummy
553938 | Zig:24   | Noticed a greater mummy
553938 | Zig:24   | Noticed a greater mummy
553938 | Zig:24   | Noticed a greater mummy
553938 | Zig:24   | Noticed a greater mummy
553938 | Zig:24   | Noticed a greater mummy
553939 | Zig:24   | Noticed a greater mummy
553939 | Zig:24   | Noticed a greater mummy
553939 | Zig:24   | Killed a greater mummy
553939 | Zig:24   | Killed a greater mummy
553940 | Zig:24   | Noticed a greater mummy
553940 | Zig:24   | Noticed a greater mummy
553941 | Zig:24   | Noticed a greater mummy
553941 | Zig:24   | Noticed a greater mummy
553941 | Zig:24   | Killed a greater mummy
553941 | Zig:24   | Killed a greater mummy
553941 | Zig:24   | Killed a greater mummy
553941 | Zig:24   | Killed a greater mummy
553941 | Zig:24   | Killed a greater mummy
553941 | Zig:24   | Killed a greater mummy
553941 | Zig:24   | Killed a greater mummy
553942 | Zig:24   | Killed a greater mummy
553942 | Zig:24   | Killed a greater mummy
553942 | Zig:24   | Killed a greater mummy
553942 | Zig:24   | Killed a greater mummy
553943 | Zig:24   | Noticed a greater mummy
553943 | Zig:24   | Noticed a greater mummy
553943 | Zig:24   | Noticed a greater mummy
553943 | Zig:24   | Noticed a greater mummy
553943 | Zig:24   | Noticed a greater mummy
553943 | Zig:24   | Noticed a greater mummy
553943 | Zig:24   | Noticed a greater mummy
553943 | Zig:24   | Noticed a greater mummy
553943 | Zig:24   | Noticed a greater mummy
553943 | Zig:24   | Noticed a greater mummy
553943 | Zig:24   | Noticed a greater mummy
553943 | Zig:24   | Killed a greater mummy
553943 | Zig:24   | Killed a greater mummy
553943 | Zig:24   | Killed a greater mummy
553944 | Zig:24   | Noticed a greater mummy
553944 | Zig:24   | Noticed a greater mummy
553944 | Zig:24   | Noticed a greater mummy
553945 | Zig:24   | Noticed a greater mummy
553945 | Zig:24   | Killed a greater mummy
553945 | Zig:24   | Killed a greater mummy
553945 | Zig:24   | Killed a greater mummy
553945 | Zig:24   | Killed a greater mummy
553945 | Zig:24   | Killed a greater mummy
553946 | Zig:24   | Noticed a greater mummy
553946 | Zig:24   | Noticed a greater mummy
553946 | Zig:24   | Noticed a greater mummy
553946 | Zig:24   | Noticed a greater mummy
553946 | Zig:24   | Noticed a greater mummy
553946 | Zig:24   | Killed a greater mummy
553946 | Zig:24   | Killed a greater mummy
553947 | Zig:24   | Noticed a greater mummy
553947 | Zig:24   | Noticed a greater mummy
553947 | Zig:24   | Noticed a greater mummy
553947 | Zig:24   | Noticed a greater mummy
553947 | Zig:24   | Noticed a greater mummy
553947 | Zig:24   | Noticed a greater mummy
553947 | Zig:24   | Killed a greater mummy
553947 | Zig:24   | Killed a greater mummy
553947 | Zig:24   | Killed a greater mummy
553947 | Zig:24   | Killed a greater mummy
553947 | Zig:24   | Killed a greater mummy
553948 | Zig:24   | Noticed a greater mummy
553948 | Zig:24   | Noticed a greater mummy
553948 | Zig:24   | Noticed a greater mummy
553948 | Zig:24   | Noticed a greater mummy
553948 | Zig:24   | Noticed a greater mummy
553948 | Zig:24   | Noticed a greater mummy
553948 | Zig:24   | Killed a greater mummy
553948 | Zig:24   | Killed a greater mummy
553948 | Zig:24   | Killed a greater mummy
553949 | Zig:24   | Noticed a greater mummy
553949 | Zig:24   | Noticed a greater mummy
553949 | Zig:24   | Noticed a greater mummy
553949 | Zig:24   | Noticed a greater mummy
553949 | Zig:24   | Killed a greater mummy
553949 | Zig:24   | Killed a greater mummy
553949 | Zig:24   | Killed a greater mummy
553949 | Zig:24   | Killed a greater mummy
553950 | Zig:24   | Noticed a greater mummy
553950 | Zig:24   | Noticed a greater mummy
553950 | Zig:24   | Noticed a greater mummy
553950 | Zig:24   | Noticed a greater mummy
553951 | Zig:24   | Noticed a greater mummy
553951 | Zig:24   | Killed a greater mummy
553951 | Zig:24   | Killed a greater mummy
553951 | Zig:24   | Killed a greater mummy
553951 | Zig:24   | Killed a greater mummy
553951 | Zig:24   | Killed a greater mummy
553951 | Zig:24   | Killed a greater mummy
553951 | Zig:24   | Killed a greater mummy
553951 | Zig:24   | Killed a greater mummy
553951 | Zig:24   | Killed a greater mummy
553951 | Zig:24   | Killed a greater mummy
553951 | Zig:24   | Killed a greater mummy
553951 | Zig:24   | Killed a greater mummy
553951 | Zig:24   | Killed a greater mummy
553951 | Zig:24   | Killed a greater mummy
553951 | Zig:24   | Killed a greater mummy
553951 | Zig:24   | Killed a greater mummy
553952 | Zig:24   | Noticed a greater mummy
553954 | Zig:24   | Noticed a greater mummy
553955 | Zig:24   | Killed a greater mummy
553955 | Zig:24   | Killed a greater mummy
553955 | Zig:24   | Killed a greater mummy
553955 | Zig:24   | Killed a greater mummy
553955 | Zig:24   | Killed a greater mummy
553955 | Zig:24   | Killed a greater mummy
553955 | Zig:24   | Killed a greater mummy
553956 | Zig:24   | Noticed a greater mummy
553956 | Zig:24   | Noticed a greater mummy
553956 | Zig:24   | Noticed a greater mummy
553956 | Zig:24   | Noticed a greater mummy
553957 | Zig:24   | Noticed a greater mummy
553957 | Zig:24   | Noticed a greater mummy
553957 | Zig:24   | Noticed a greater mummy
553957 | Zig:24   | Killed a greater mummy
553957 | Zig:24   | Killed a greater mummy
553958 | Zig:24   | Noticed a greater mummy
553958 | Zig:24   | Noticed a greater mummy
553958 | Zig:24   | Noticed a greater mummy
553958 | Zig:24   | Noticed a greater mummy
553958 | Zig:24   | Killed a greater mummy
553958 | Zig:24   | Killed a greater mummy
553959 | Zig:24   | Noticed a greater mummy
553959 | Zig:24   | Noticed a greater mummy
553959 | Zig:24   | Noticed a greater mummy
553959 | Zig:24   | Killed a greater mummy
553959 | Zig:24   | Killed a greater mummy
553959 | Zig:24   | Killed a greater mummy
553960 | Zig:24   | Noticed a greater mummy
553960 | Zig:24   | Noticed a greater mummy
553960 | Zig:24   | Noticed a greater mummy
553960 | Zig:24   | Noticed a greater mummy
553960 | Zig:24   | Noticed a greater mummy
553960 | Zig:24   | Noticed a greater mummy
553961 | Zig:24   | Noticed a greater mummy
553961 | Zig:24   | Killed a greater mummy
553961 | Zig:24   | Killed a greater mummy
553961 | Zig:24   | Killed a greater mummy
553961 | Zig:24   | Killed a greater mummy
553961 | Zig:24   | Killed a greater mummy
553961 | Zig:24   | Killed a greater mummy
553962 | Zig:24   | Noticed a greater mummy
553962 | Zig:24   | Noticed a greater mummy
553962 | Zig:24   | Killed a greater mummy
553962 | Zig:24   | Killed a greater mummy
553962 | Zig:24   | Killed a greater mummy
553962 | Zig:24   | Killed a greater mummy
553962 | Zig:24   | Killed a greater mummy
553962 | Zig:24   | Killed a greater mummy
553962 | Zig:24   | Killed a greater mummy
553962 | Zig:24   | Killed a greater mummy
553962 | Zig:24   | Killed a greater mummy
553962 | Zig:24   | Killed a greater mummy
553963 | Zig:24   | Noticed a greater mummy
553963 | Zig:24   | Killed a greater mummy
553964 | Zig:24   | Killed a greater mummy
553964 | Zig:24   | Killed a greater mummy
553965 | Zig:24   | Noticed a greater mummy
553965 | Zig:24   | Noticed a greater mummy
553965 | Zig:24   | Killed a greater mummy
553966 | Zig:24   | Noticed a greater mummy
553966 | Zig:24   | Noticed a greater mummy
553969 | Zig:24   | Killed a greater mummy
553969 | Zig:24   | Killed a greater mummy
553969 | Zig:24   | Killed a greater mummy
553969 | Zig:24   | Killed a greater mummy
553972 | Zig:24   | Killed a greater mummy
554128 | Zig:24   | Identified the Grimoire of Arcane Weapons
554142 | Zig:25   | Entered Level 25 of a ziggurat
554232 | Zig:25   | Got a twitching lapis lazuli ring
554234 | Zig:25   | Identified the ring "Wetej" {+Fly rN+ Int+5 Dex+3} (You found it on level 25 of a ziggurat)
554243 | Zig:25   | Got a fine platinum ring
554244 | Zig:25   | Identified the ring "Hetiumin" {rF+ MR+++ Str+3 Int+4 Dex-3} (You found it on level 25 of a ziggurat)
554268 | Zig:25   | Got a flickering lapis lazuli ring
554270 | Zig:25   | Identified the ring "Jis Mape" {Fire rElec Int+2 SInv} (You found it on level 25 of a ziggurat)
554318 | Zig:25   | Got a glittering pewter ring
554319 | Zig:25   | Identified the ring of Honesty {rC+ MR+ Dex-2 Slay+3 SInv} (You found it on level 25 of a ziggurat)
554324 | Zig:25   | Got a vibrating jade amulet
554325 | Zig:25   | Identified the amulet of Rimealuw {Harm *Contam *Drain rElec Stlth+} (You found it on level 25 of a ziggurat)
554710 | Zig:26   | Entered Level 26 of a ziggurat
554811 | Zig:26   | Paralysed by accursed screaming for 2 turns
554899 | Zig:26   | Killed a starcursed mass
554964 | Zig:26   | Got a faintly glowing pewter amulet
554965 | Zig:26   | Identified the amulet "Deik" {Reflect Dex+5 SH+3} (You found it on level 26 of a ziggurat)
554980 | Zig:26   | Got a glittering ruby amulet
554982 | Zig:26   | Identified the amulet "Qionwao" {Harm *Drain rPois} (You found it on level 26 of a ziggurat)
555016 | Zig:26   | Got a translucent amber ring
555018 | Zig:26   | Identified the ring "Osote Lycyt" {Ice MP+9 Int+2} (You found it on level 26 of a ziggurat)
555054 | Zig:26   | Identified the Collected Works on Damaging Weightlessness
555298 | Zig:27   | Entered Level 27 of a ziggurat
555371 | Zig:27   | Identified the Reference Book on Flight and Dark Magic
555403 | Zig:27   | Got a twitching copper ring
555405 | Zig:27   | Identified the ring of the Griffon {rElec rC++ Str+7 Int+3} (You found it on level 27 of a ziggurat)
555423 | Zig:27   | Identified Sif Muna's Papyrus of the Shifting Volcanoes
555481 | Zig:27   | Got a sparkling pewter ring
555483 | Zig:27   | Identified the ring of Vufupute {Str+4 Dex+5} (You found it on level 27 of a ziggurat)
555502 | Zig:27   | Got a bound marble ring
555504 | Zig:27   | Identified the ring "Kuiceshry" {rPois rN+ Dex+5 Stlth+} (You found it on level 27 of a ziggurat)
555910 | Zig:27   | Identified the +1 cloak "Kydiag" {Str+4 Stlth+} (You found it on level 27 of a ziggurat)
555927 | Zig:27   | Identified the +8 broad axe "Ehuaph" {venom, +Fly rF++ rN+ Dex-3} (You found it on level 27 of a ziggurat)
556018 | Depths:2 | Identified the +1 hat of Xesoipiwn {Int+6 Dex+4} (You acquired it on level 2 of the Depths)
556019 | Depths:2 | Identified the +0 large shield of the Circus Animal {SInv} (You acquired it on level 2 of the Depths)
556020 | Depths:2 | Identified the +2 cloak of the Wary Gods {Regen+ rCorr} (You acquired it on level 2 of the Depths)
556021 | Depths:2 | Identified the +4 hat of Kedozu {rElec rN+++ Str-4 SInv} (You acquired it on level 2 of the Depths)
556022 | Depths:2 | Got a spiked shield
556022 | Depths:2 | Got a twisted plate armour
556074 | Zig:1    | Entered Level 1 of a ziggurat
556113 | Zig:2    | Entered Level 2 of a ziggurat
556167 | Zig:3    | Entered Level 3 of a ziggurat
556277 | Zig:4    | Entered Level 4 of a ziggurat
556308 | Zig:4    | Got a slimy pewter ring
556310 | Zig:4    | Identified the ring of the Evening {rN+ Str+3} (You found it on level 4 of a ziggurat)
556341 | Zig:5    | Entered Level 5 of a ziggurat
556418 | Zig:6    | Entered Level 6 of a ziggurat
556489 | Zig:6    | Got a twitching brass ring
556491 | Zig:6    | Identified the ring of the Five Seas {rElec Stlth+} (You found it on level 6 of a ziggurat)
556559 | Zig:7    | Entered Level 7 of a ziggurat
556559 | Zig:7    | Noticed a greater mummy
556559 | Zig:7    | Noticed a greater mummy
556559 | Zig:7    | Noticed a greater mummy
556559 | Zig:7    | Noticed a greater mummy
556559 | Zig:7    | Noticed a greater mummy
556560 | Zig:7    | Killed a greater mummy
556562 | Zig:7    | Noticed a greater mummy
556562 | Zig:7    | Killed a greater mummy
556563 | Zig:7    | Noticed a greater mummy
556563 | Zig:7    | Killed a greater mummy
556563 | Zig:7    | Killed a greater mummy
556563 | Zig:7    | Killed a greater mummy
556566 | Zig:7    | Noticed a greater mummy
556566 | Zig:7    | Noticed a greater mummy
556566 | Zig:7    | Killed a greater mummy
556567 | Zig:7    | Noticed a greater mummy
556568 | Zig:7    | Noticed a greater mummy
556568 | Zig:7    | Killed a greater mummy
556569 | Zig:7    | Noticed a greater mummy
556569 | Zig:7    | Noticed a greater mummy
556569 | Zig:7    | Killed a greater mummy
556570 | Zig:7    | Killed a greater mummy
556571 | Zig:7    | Noticed a greater mummy
556571 | Zig:7    | Noticed a greater mummy
556571 | Zig:7    | Killed a greater mummy
556572 | Zig:7    | Killed a greater mummy
556572 | Zig:7    | Killed a greater mummy
556572 | Zig:7    | Killed a greater mummy
556574 | Zig:7    | Killed a greater mummy
556575 | Zig:7    | Killed a greater mummy
556639 | Zig:8    | Entered Level 8 of a ziggurat
556717 | Zig:9    | Entered Level 9 of a ziggurat
556753 | Zig:9    | Noticed Kiacwer the pandemonium lord
556762 | Zig:9    | Killed Kiacwer the pandemonium lord
556776 | Zig:9    | Identified the Tome of the Rocks and Boosts
556781 | Zig:9    | Got a bound jade amulet
556782 | Zig:9    | Identified the amulet of Epiz {Gourm -Tele rF- rN++ SInv} (You found it on level 9 of a ziggurat)
556871 | Zig:10   | Entered Level 10 of a ziggurat
556871 | Zig:10   | Noticed an ancient lich
556871 | Zig:10   | Noticed an ancient lich
556871 | Zig:10   | Noticed an ancient lich
556871 | Zig:10   | Noticed an ancient lich
556872 | Zig:10   | Killed an ancient lich
556872 | Zig:10   | Killed an ancient lich
556872 | Zig:10   | Killed an ancient lich
556873 | Zig:10   | Killed an ancient lich
556874 | Zig:10   | Noticed an ancient lich
556878 | Zig:10   | Noticed an ancient lich
556878 | Zig:10   | Noticed an ancient lich
556879 | Zig:10   | Noticed an ancient lich
556879 | Zig:10   | Killed an ancient lich
556880 | Zig:10   | Noticed an ancient lich
556880 | Zig:10   | Noticed an ancient lich
556880 | Zig:10   | Noticed an ancient lich
556881 | Zig:10   | Noticed an ancient lich
556882 | Zig:10   | Killed an ancient lich
556882 | Zig:10   | Killed an ancient lich
556882 | Zig:10   | Killed an ancient lich
556882 | Zig:10   | Killed an ancient lich
556883 | Zig:10   | Noticed an ancient lich
556883 | Zig:10   | Killed an ancient lich
556883 | Zig:10   | Killed an ancient lich
556885 | Zig:10   | Noticed an ancient lich
556886 | Zig:10   | Noticed an ancient lich
556886 | Zig:10   | Noticed an ancient lich
556888 | Zig:10   | Noticed an ancient lich
556888 | Zig:10   | Killed an ancient lich
556888 | Zig:10   | Killed an ancient lich
556889 | Zig:10   | Killed an ancient lich
556889 | Zig:10   | Killed an ancient lich
556892 | Zig:10   | Killed an ancient lich
556892 | Zig:10   | Killed an ancient lich
556902 | Zig:10   | Got a wavering wooden ring
556904 | Zig:10   | Identified the ring of Jesiumm {-Tele rElec rPois SInv} (You found it on level 10 of a ziggurat)
557008 | Zig:11   | Entered Level 11 of a ziggurat
557039 | Zig:11   | Identified the cursed +0 hat of Popi {Int+3} (You found it on level 11 of a ziggurat)
557075 | Zig:11   | Got a scintillating lapis lazuli ring
557077 | Zig:11   | Identified the ring "Veups" {+Fly rPois rC+ Str+3 Stlth+} (You found it on level 11 of a ziggurat)
557173 | Zig:12   | Entered Level 12 of a ziggurat
557207 | Zig:12   | Got a twitching pewter amulet
557208 | Zig:12   | Identified the amulet "Ephauca" {+Rage rPois} (You found it on level 12 of a ziggurat)
557262 | Zig:12   | Got a sparkling glass ring
557264 | Zig:12   | Identified the ring of Hoeriar {-Tele MP+9 Int+3} (You found it on level 12 of a ziggurat)
557271 | Zig:12   | Identified the Almanac of Torrid Enchantment
557303 | Zig:13   | Entered Level 13 of a ziggurat
557303 | Zig:13   | Noticed a juggernaut
557303 | Zig:13   | Noticed a juggernaut
557303 | Zig:13   | Noticed a juggernaut
557303 | Zig:13   | Noticed a juggernaut
557303 | Zig:13   | Noticed a juggernaut
557303 | Zig:13   | Noticed a juggernaut
557303 | Zig:13   | Noticed a juggernaut
557303 | Zig:13   | Noticed a juggernaut
557303 | Zig:13   | Noticed a juggernaut
557303 | Zig:13   | Noticed a juggernaut
557309 | Zig:13   | Noticed a juggernaut
557309 | Zig:13   | Noticed a juggernaut
557317 | Zig:13   | Killed a juggernaut
557317 | Zig:13   | Killed a juggernaut
557317 | Zig:13   | Killed a juggernaut
557317 | Zig:13   | Killed a juggernaut
557317 | Zig:13   | Killed a juggernaut
557317 | Zig:13   | Killed a juggernaut
557317 | Zig:13   | Killed a juggernaut
557317 | Zig:13   | Killed a juggernaut
557317 | Zig:13   | Killed a juggernaut
557317 | Zig:13   | Killed a juggernaut
557317 | Zig:13   | Killed a juggernaut
557317 | Zig:13   | Killed a juggernaut
557318 | Zig:13   | Noticed a juggernaut
557318 | Zig:13   | Noticed a juggernaut
557318 | Zig:13   | Noticed a juggernaut
557318 | Zig:13   | Noticed a juggernaut
557318 | Zig:13   | Noticed a juggernaut
557319 | Zig:13   | Noticed a juggernaut
557319 | Zig:13   | Noticed a juggernaut
557319 | Zig:13   | Noticed a juggernaut
557319 | Zig:13   | Noticed a juggernaut
557319 | Zig:13   | Noticed a juggernaut
557320 | Zig:13   | Noticed a juggernaut
557321 | Zig:13   | Noticed a juggernaut
557322 | Zig:13   | Noticed a juggernaut
557323 | Zig:13   | Noticed a juggernaut
557325 | Zig:13   | Noticed a juggernaut
557327 | Zig:13   | Killed a juggernaut
557327 | Zig:13   | Killed a juggernaut
557327 | Zig:13   | Killed a juggernaut
557327 | Zig:13   | Killed a juggernaut
557327 | Zig:13   | Killed a juggernaut
557327 | Zig:13   | Killed a juggernaut
557327 | Zig:13   | Killed a juggernaut
557327 | Zig:13   | Killed a juggernaut
557327 | Zig:13   | Killed a juggernaut
557327 | Zig:13   | Killed a juggernaut
557327 | Zig:13   | Killed a juggernaut
557327 | Zig:13   | Killed a juggernaut
557327 | Zig:13   | Killed a juggernaut
557327 | Zig:13   | Killed a juggernaut
557328 | Zig:13   | Noticed a juggernaut
557328 | Zig:13   | Noticed a juggernaut
557328 | Zig:13   | Noticed a juggernaut
557328 | Zig:13   | Noticed a juggernaut
557328 | Zig:13   | Noticed a juggernaut
557328 | Zig:13   | Noticed a juggernaut
557328 | Zig:13   | Noticed a juggernaut
557328 | Zig:13   | Noticed a juggernaut
557329 | Zig:13   | Noticed a juggernaut
557329 | Zig:13   | Noticed a juggernaut
557329 | Zig:13   | Noticed a juggernaut
557329 | Zig:13   | Noticed a juggernaut
557330 | Zig:13   | Noticed a juggernaut
557330 | Zig:13   | Noticed a juggernaut
557330 | Zig:13   | Noticed a juggernaut
557332 | Zig:13   | Noticed a juggernaut
557346 | Zig:13   | Killed a juggernaut
557346 | Zig:13   | Killed a juggernaut
557346 | Zig:13   | Killed a juggernaut
557346 | Zig:13   | Killed a juggernaut
557346 | Zig:13   | Killed a juggernaut
557346 | Zig:13   | Killed a juggernaut
557346 | Zig:13   | Killed a juggernaut
557346 | Zig:13   | Killed a juggernaut
557346 | Zig:13   | Killed a juggernaut
557346 | Zig:13   | Killed a juggernaut
557346 | Zig:13   | Killed a juggernaut
557346 | Zig:13   | Killed a juggernaut
557346 | Zig:13   | Killed a juggernaut
557348 | Zig:13   | Killed a juggernaut
557349 | Zig:13   | Noticed a juggernaut
557351 | Zig:13   | Killed a juggernaut
557353 | Zig:13   | Killed a juggernaut
557353 | Zig:13   | Killed a juggernaut
557355 | Zig:13   | Killed a juggernaut
557381 | Zig:13   | Got a clouded glass ring
557383 | Zig:13   | Identified the ring of Esisiow {Wiz Str-5 Dex+6} (You found it on level 13 of a ziggurat)
557424 | Zig:13   | Got a transparent silver amulet
557425 | Zig:13   | Identified the amulet of Abypsar {Spirit rF- rC++ SInv} (You found it on level 13 of a ziggurat)
557500 | Zig:13   | Got a warped brass ring
557501 | Zig:13   | Identified the ring "Qoom" {Str+4 Dex+2} (You found it on level 13 of a ziggurat)
557533 | Zig:14   | Entered Level 14 of a ziggurat
557533 | Zig:14   | Noticed an ancient lich
557533 | Zig:14   | Noticed an ancient lich
557533 | Zig:14   | Noticed an ancient lich
557533 | Zig:14   | Noticed an ancient lich
557533 | Zig:14   | Noticed an ancient lich
557533 | Zig:14   | Noticed an ancient lich
557533 | Zig:14   | Noticed an ancient lich
557533 | Zig:14   | Noticed an ancient lich
557533 | Zig:14   | Noticed an ancient lich
557533 | Zig:14   | Noticed an ancient lich
557533 | Zig:14   | Noticed an ancient lich
557533 | Zig:14   | Noticed an ancient lich
557533 | Zig:14   | Noticed an ancient lich
557534 | Zig:14   | Killed an ancient lich
557534 | Zig:14   | Killed an ancient lich
557534 | Zig:14   | Killed an ancient lich
557534 | Zig:14   | Killed an ancient lich
557534 | Zig:14   | Killed an ancient lich
557534 | Zig:14   | Killed an ancient lich
557534 | Zig:14   | Killed an ancient lich
557534 | Zig:14   | Killed an ancient lich
557535 | Zig:14   | Noticed an ancient lich
557535 | Zig:14   | Killed an ancient lich
557535 | Zig:14   | Killed an ancient lich
557535 | Zig:14   | Killed an ancient lich
557535 | Zig:14   | Killed an ancient lich
557535 | Zig:14   | Killed an ancient lich
557536 | Zig:14   | Noticed an ancient lich
557538 | Zig:14   | Noticed an ancient lich
557538 | Zig:14   | Noticed an ancient lich
557538 | Zig:14   | Noticed an ancient lich
557539 | Zig:14   | Noticed an ancient lich
557541 | Zig:14   | Noticed an ancient lich
557541 | Zig:14   | Noticed an ancient lich
557541 | Zig:14   | Noticed an ancient lich
557541 | Zig:14   | Killed an ancient lich
557541 | Zig:14   | Killed an ancient lich
557541 | Zig:14   | Killed an ancient lich
557541 | Zig:14   | Killed an ancient lich
557542 | Zig:14   | Noticed an ancient lich
557542 | Zig:14   | Noticed an ancient lich
557542 | Zig:14   | Noticed an ancient lich
557543 | Zig:14   | Noticed an ancient lich
557543 | Zig:14   | Noticed an ancient lich
557544 | Zig:14   | Noticed an ancient lich
557544 | Zig:14   | Killed an ancient lich
557544 | Zig:14   | Killed an ancient lich
557544 | Zig:14   | Killed an ancient lich
557544 | Zig:14   | Killed an ancient lich
557544 | Zig:14   | Killed an ancient lich
557546 | Zig:14   | Killed an ancient lich
557546 | Zig:14   | Killed an ancient lich
557546 | Zig:14   | Killed an ancient lich
557546 | Zig:14   | Killed an ancient lich
557546 | Zig:14   | Killed an ancient lich
557547 | Zig:14   | Noticed an ancient lich
557547 | Zig:14   | Noticed an ancient lich
557547 | Zig:14   | Noticed an ancient lich
557548 | Zig:14   | Noticed an ancient lich
557549 | Zig:14   | Noticed an ancient lich
557550 | Zig:14   | Killed an ancient lich
557551 | Zig:14   | Noticed an ancient lich
557551 | Zig:14   | Noticed an ancient lich
557551 | Zig:14   | Killed an ancient lich
557552 | Zig:14   | Noticed an ancient lich
557552 | Zig:14   | Killed an ancient lich
557553 | Zig:14   | Noticed an ancient lich
557553 | Zig:14   | Killed an ancient lich
557553 | Zig:14   | Killed an ancient lich
557553 | Zig:14   | Killed an ancient lich
557554 | Zig:14   | Noticed an ancient lich
557557 | Zig:14   | Killed an ancient lich
557557 | Zig:14   | Killed an ancient lich
557557 | Zig:14   | Killed an ancient lich
557557 | Zig:14   | Killed an ancient lich
557557 | Zig:14   | Killed an ancient lich
557566 | Zig:14   | Identified the Compendium of Virous Ignition
557571 | Zig:14   | Identified the Tome of the Freezing Rocks
557669 | Zig:15   | Entered Level 15 of a ziggurat
557719 | Zig:15   | Got a fine pewter ring
557721 | Zig:15   | Identified the ring of Yzauppaj {rF+ MP+9} (You found it on level 15 of a ziggurat)
557909 | Zig:16   | Entered Level 16 of a ziggurat
557909 | Zig:16   | Noticed an ancient lich
557909 | Zig:16   | Noticed an ancient lich
557909 | Zig:16   | Noticed an ancient lich
557909 | Zig:16   | Noticed an ancient lich
557909 | Zig:16   | Noticed an ancient lich
557909 | Zig:16   | Noticed an ancient lich
557909 | Zig:16   | Noticed an ancient lich
557909 | Zig:16   | Noticed an ancient lich
557909 | Zig:16   | Noticed an ancient lich
557909 | Zig:16   | Noticed an ancient lich
557909 | Zig:16   | Noticed an ancient lich
557909 | Zig:16   | Noticed an ancient lich
557909 | Zig:16   | Noticed an ancient lich
557909 | Zig:16   | Noticed an ancient lich
557909 | Zig:16   | Noticed an ancient lich
557909 | Zig:16   | Noticed an ancient lich
557909 | Zig:16   | Noticed an ancient lich
557910 | Zig:16   | Killed an ancient lich
557910 | Zig:16   | Killed an ancient lich
557910 | Zig:16   | Killed an ancient lich
557910 | Zig:16   | Killed an ancient lich
557910 | Zig:16   | Killed an ancient lich
557910 | Zig:16   | Killed an ancient lich
557911 | Zig:16   | Killed an ancient lich
557911 | Zig:16   | Killed an ancient lich
557911 | Zig:16   | Killed an ancient lich
557911 | Zig:16   | Killed an ancient lich
557911 | Zig:16   | Killed an ancient lich
557911 | Zig:16   | Killed an ancient lich
557911 | Zig:16   | Killed an ancient lich
557911 | Zig:16   | Killed an ancient lich
557911 | Zig:16   | Killed an ancient lich
557911 | Zig:16   | Killed an ancient lich
557912 | Zig:16   | Noticed an ancient lich
557912 | Zig:16   | Noticed an ancient lich
557912 | Zig:16   | Noticed an ancient lich
557914 | Zig:16   | Noticed an ancient lich
557914 | Zig:16   | Noticed an ancient lich
557914 | Zig:16   | Noticed an ancient lich
557914 | Zig:16   | Killed an ancient lich
557915 | Zig:16   | Noticed an ancient lich
557915 | Zig:16   | Noticed an ancient lich
557915 | Zig:16   | Noticed an ancient lich
557916 | Zig:16   | Noticed an ancient lich
557916 | Zig:16   | Noticed an ancient lich
557916 | Zig:16   | Noticed an ancient lich
557916 | Zig:16   | Noticed an ancient lich
557916 | Zig:16   | Noticed an ancient lich
557917 | Zig:16   | Noticed an ancient lich
557917 | Zig:16   | Noticed an ancient lich
557917 | Zig:16   | Killed an ancient lich
557917 | Zig:16   | Killed an ancient lich
557917 | Zig:16   | Killed an ancient lich
557917 | Zig:16   | Killed an ancient lich
557918 | Zig:16   | Noticed an ancient lich
557918 | Zig:16   | Noticed an ancient lich
557918 | Zig:16   | Noticed an ancient lich
557918 | Zig:16   | Noticed an ancient lich
557918 | Zig:16   | Noticed an ancient lich
557918 | Zig:16   | Noticed an ancient lich
557918 | Zig:16   | Killed an ancient lich
557918 | Zig:16   | Killed an ancient lich
557918 | Zig:16   | Killed an ancient lich
557918 | Zig:16   | Killed an ancient lich
557919 | Zig:16   | Noticed an ancient lich
557919 | Zig:16   | Noticed an ancient lich
557919 | Zig:16   | Noticed an ancient lich
557919 | Zig:16   | Noticed an ancient lich
557919 | Zig:16   | Noticed an ancient lich
557920 | Zig:16   | Noticed an ancient lich
557920 | Zig:16   | Noticed an ancient lich
557921 | Zig:16   | Noticed an ancient lich
557921 | Zig:16   | Killed an ancient lich
557921 | Zig:16   | Killed an ancient lich
557921 | Zig:16   | Killed an ancient lich
557921 | Zig:16   | Killed an ancient lich
557921 | Zig:16   | Killed an ancient lich
557921 | Zig:16   | Killed an ancient lich
557921 | Zig:16   | Killed an ancient lich
557921 | Zig:16   | Killed an ancient lich
557921 | Zig:16   | Killed an ancient lich
557921 | Zig:16   | Killed an ancient lich
557921 | Zig:16   | Killed an ancient lich
557921 | Zig:16   | Killed an ancient lich
557921 | Zig:16   | Killed an ancient lich
557921 | Zig:16   | Killed an ancient lich
557921 | Zig:16   | Killed an ancient lich
557921 | Zig:16   | Killed an ancient lich
557922 | Zig:16   | Noticed an ancient lich
557922 | Zig:16   | Noticed an ancient lich
557922 | Zig:16   | Noticed an ancient lich
557922 | Zig:16   | Killed an ancient lich
557922 | Zig:16   | Killed an ancient lich
557922 | Zig:16   | Killed an ancient lich
557922 | Zig:16   | Killed an ancient lich
557922 | Zig:16   | Killed an ancient lich
557922 | Zig:16   | Killed an ancient lich
557922 | Zig:16   | Killed an ancient lich
557922 | Zig:16   | Killed an ancient lich
557923 | Zig:16   | Noticed an ancient lich
557923 | Zig:16   | Noticed an ancient lich
557924 | Zig:16   | Noticed an ancient lich
557925 | Zig:16   | Noticed an ancient lich
557925 | Zig:16   | Noticed an ancient lich
557925 | Zig:16   | Killed an ancient lich
557926 | Zig:16   | Noticed an ancient lich
557926 | Zig:16   | Noticed an ancient lich
557927 | Zig:16   | Noticed an ancient lich
557927 | Zig:16   | Killed an ancient lich
557927 | Zig:16   | Killed an ancient lich
557927 | Zig:16   | Killed an ancient lich
557927 | Zig:16   | Killed an ancient lich
557928 | Zig:16   | Noticed an ancient lich
557928 | Zig:16   | Killed an ancient lich
557931 | Zig:16   | Killed an ancient lich
557931 | Zig:16   | Killed an ancient lich
557931 | Zig:16   | Killed an ancient lich
557931 | Zig:16   | Killed an ancient lich
557945 | Zig:16   | Got a faintly glowing ivory ring
557947 | Zig:16   | Identified the ring of Viquuh {rElec Slay+2 Stlth-} (You found it on level 16 of a ziggurat)
557951 | Zig:16   | Identified the +2 pair of boots "Vupuvul" {rN+} (You found it on level 16 of a ziggurat)
558058 | Zig:17   | Entered Level 17 of a ziggurat
558095 | Zig:17   | Identified the Reference Book on Dislocated Summoning
558148 | Zig:17   | Got a flickering copper ring
558150 | Zig:17   | Identified the ring of the Morning {+Inv rF+ Int+5} (You found it on level 17 of a ziggurat)
558245 | Zig:17   | Identified Feeggog's Grimoire of Stones and Poisoning
558282 | Zig:18   | Entered Level 18 of a ziggurat
558386 | Zig:18   | Got a translucent bone ring
558388 | Zig:18   | Identified the ring "Ficwayll" {rElec MP+9 Str+2 Dex-2} (You found it on level 18 of a ziggurat)
558403 | Zig:18   | Got a vibrating iron ring
558404 | Zig:18   | Identified the ring of Peace {Ice *Slow Str+5 SInv} (You found it on level 18 of a ziggurat)
558415 | Zig:18   | Got a fine iron amulet
558416 | Zig:18   | Identified the amulet of Intercession {rF- rN++ Regen+} (You found it on level 18 of a ziggurat)
558476 | Zig:18   | Identified the +4 large shield of Recklessness {rElec Int+4} (You found it on level 18 of a ziggurat)
558489 | Zig:19   | Entered Level 19 of a ziggurat
558542 | Zig:19   | Got a transparent turquoise ring
558544 | Zig:19   | Got a brightly glowing steel ring
558546 | Zig:19   | Identified the ring of Xaprases {Fire Int-5 Dex+5} (You found it on level 19 of a ziggurat)
558551 | Zig:19   | Identified the cursed +0 helmet of the Vaults {rCorr Str+2 Stlth+} (You found it on level 19 of a ziggurat)
558552 | Zig:19   | Identified the ring "Wiodo" {Int+2 Dex+3 Stlth+} (You found it on level 19 of a ziggurat)
558588 | Zig:19   | Got a brightly glowing marble ring
558589 | Zig:19   | Identified the ring "Kulli" {*Tele rElec Int-3 Dex+5} (You found it on level 19 of a ziggurat)
558626 | Zig:19   | Identified the Disquisition on Earthen Enhancements
558747 | Zig:19   | Got a shimmering emerald amulet
558748 | Zig:19   | Identified the amulet "Ikoewir" {Inacc Str+6 Int-3} (You found it on level 19 of a ziggurat)
558772 | Zig:19   | Identified the +1 helmet of Dice, Bag, and Bottle {rF+ Str+3} (You found it on level 19 of a ziggurat)
558807 | Zig:20   | Entered Level 20 of a ziggurat
558807 | Zig:20   | Noticed Fackilo the pandemonium lord
558807 | Zig:20   | Noticed Caocy the pandemonium lord
558807 | Zig:20   | Noticed Feutak the pandemonium lord
558807 | Zig:20   | Noticed Ymagazit the pandemonium lord
558807 | Zig:20   | Noticed Duppaarch the pandemonium lord
558807 | Zig:20   | Noticed Seuvom the pandemonium lord
558807 | Zig:20   | Noticed Haushrunk the pandemonium lord
558807 | Zig:20   | Noticed Ficzel the pandemonium lord
558807 | Zig:20   | Noticed Tobeoz the pandemonium lord
558807 | Zig:20   | Noticed Bathreheov the pandemonium lord
558807 | Zig:20   | Noticed Liuxo the pandemonium lord
558807 | Zig:20   | Noticed Cieti the pandemonium lord
558807 | Zig:20   | Noticed Yrenygeck the pandemonium lord
558807 | Zig:20   | Noticed Xumymp the pandemonium lord
558807 | Zig:20   | Noticed Luug Osi the pandemonium lord
558807 | Zig:20   | Noticed Oceceluss the pandemonium lord
558807 | Zig:20   | Noticed Ybuhux the pandemonium lord
558807 | Zig:20   | Noticed Feduaf the pandemonium lord
558807 | Zig:20   | Noticed Sioshraem the pandemonium lord
558807 | Zig:20   | Noticed Igalas the pandemonium lord
558807 | Zig:20   | Noticed Tagacusy the pandemonium lord
558807 | Zig:20   | Noticed Uprestruo the pandemonium lord
558807 | Zig:20   | Noticed Luteysowne the pandemonium lord
558807 | Zig:20   | Noticed Xoaskiw Seuz the pandemonium lord
558807 | Zig:20   | Noticed Doanaca the pandemonium lord
558807 | Zig:20   | Noticed Guopariw the pandemonium lord
558807 | Zig:20   | Noticed Irhukla the pandemonium lord
558807 | Zig:20   | Noticed Qeung the pandemonium lord
558807 | Zig:20   | Noticed Olelargh the pandemonium lord
558807 | Zig:20   | Noticed Puutaykh the pandemonium lord
558807 | Zig:20   | Noticed Cida the pandemonium lord
558809 | Zig:20   | Noticed Xofased the pandemonium lord
558809 | Zig:20   | Noticed Ybaugyet the pandemonium lord
558809 | Zig:20   | Noticed Mynankeogg the pandemonium lord
558810 | Zig:20   | Noticed Kirchyaze the pandemonium lord
558810 | Zig:20   | Noticed Diqaqeq the pandemonium lord
558810 | Zig:20   | Noticed Houwn the pandemonium lord
558810 | Zig:20   | Noticed Bashrirghe the pandemonium lord
558810 | Zig:20   | Noticed Doujaepi the pandemonium lord
558810 | Zig:20   | Noticed Veqituo the pandemonium lord
558810 | Zig:20   | Noticed Vucviucw the pandemonium lord
558810 | Zig:20   | Noticed Rucoew the pandemonium lord
558811 | Zig:20   | Noticed Vinumm the pandemonium lord
558811 | Zig:20   | Noticed Rusku the pandemonium lord
558811 | Zig:20   | Noticed Ziatuen the pandemonium lord
558811 | Zig:20   | Noticed Qevuox the pandemonium lord
558811 | Zig:20   | Noticed Suofom the pandemonium lord
558811 | Zig:20   | Noticed Amitif the pandemonium lord
558811 | Zig:20   | Noticed Oliw the pandemonium lord
558811 | Zig:20   | Noticed Bycosym the pandemonium lord
558811 | Zig:20   | Noticed Feixyfo the pandemonium lord
558811 | Zig:20   | Noticed Ziman the pandemonium lord
558811 | Zig:20   | Noticed Mafezaid the pandemonium lord
558811 | Zig:20   | Killed Tagacusy the pandemonium lord
558811 | Zig:20   | Killed Doanaca the pandemonium lord
558812 | Zig:20   | Killed Puutaykh the pandemonium lord
558812 | Zig:20   | Killed Irhukla the pandemonium lord
558812 | Zig:20   | Killed Duppaarch the pandemonium lord
558813 | Zig:20   | Killed Xoaskiw Seuz the pandemonium lord
558813 | Zig:20   | Killed Oceceluss the pandemonium lord
558813 | Zig:20   | Killed Luteysowne the pandemonium lord
558813 | Zig:20   | Killed Uprestruo the pandemonium lord
558814 | Zig:20   | Noticed Uhujat the pandemonium lord
558814 | Zig:20   | Noticed Ohereddie the pandemonium lord
558815 | Zig:20   | Noticed Puimeany the pandemonium lord
558816 | Zig:20   | Noticed Xympo the pandemonium lord
558818 | Zig:20   | Killed Amitif the pandemonium lord
558821 | Zig:20   | Killed Qeung the pandemonium lord
558821 | Zig:20   | Killed Guopariw the pandemonium lord
558821 | Zig:20   | Killed Tobeoz the pandemonium lord
558821 | Zig:20   | Killed Olelargh the pandemonium lord
558821 | Zig:20   | Killed Xofased the pandemonium lord
558821 | Zig:20   | Killed Luug Osi the pandemonium lord
558825 | Zig:20   | Killed Uhujat the pandemonium lord
558825 | Zig:20   | Killed Sioshraem the pandemonium lord
558825 | Zig:20   | Killed Mafezaid the pandemonium lord
558825 | Zig:20   | Killed Ficzel the pandemonium lord
558825 | Zig:20   | Killed Seuvom the pandemonium lord
558825 | Zig:20   | Killed Kirchyaze the pandemonium lord
558825 | Zig:20   | Killed Bathreheov the pandemonium lord
558825 | Zig:20   | Killed Yrenygeck the pandemonium lord
558825 | Zig:20   | Killed Ybuhux the pandemonium lord
558826 | Zig:20   | Noticed Vuatsic the pandemonium lord
558826 | Zig:20   | Killed Ziatuen the pandemonium lord
558826 | Zig:20   | Killed Mynankeogg the pandemonium lord
558827 | Zig:20   | Noticed Gufat the pandemonium lord
558828 | Zig:20   | Noticed Tyoceth the pandemonium lord
558828 | Zig:20   | Noticed Biotineb the pandemonium lord
558828 | Zig:20   | Killed Rucoew the pandemonium lord
558828 | Zig:20   | Killed Haushrunk the pandemonium lord
558828 | Zig:20   | Killed Fackilo the pandemonium lord
558828 | Zig:20   | Killed Xympo the pandemonium lord
558828 | Zig:20   | Killed Feutak the pandemonium lord
558829 | Zig:20   | Noticed Jisen the pandemonium lord
558829 | Zig:20   | Noticed Toceuch the pandemonium lord
558830 | Zig:20   | Noticed Azxug the pandemonium lord
558830 | Zig:20   | Killed Jisen the pandemonium lord
558830 | Zig:20   | Killed Tyoceth the pandemonium lord
558830 | Zig:20   | Killed Puimeany the pandemonium lord
558830 | Zig:20   | Killed Ymagazit the pandemonium lord
558830 | Zig:20   | Killed Ohereddie the pandemonium lord
558830 | Zig:20   | Killed Gufat the pandemonium lord
558831 | Zig:20   | Noticed Voddauqi the pandemonium lord
558831 | Zig:20   | Noticed Iluo the pandemonium lord
558832 | Zig:20   | Noticed Heurch the pandemonium lord
558832 | Zig:20   | Killed Vinumm the pandemonium lord
558832 | Zig:20   | Killed Heurch the pandemonium lord
558832 | Zig:20   | Killed Diqaqeq the pandemonium lord
558832 | Zig:20   | Killed Bycosym the pandemonium lord
558832 | Zig:20   | Killed Suofom the pandemonium lord
558832 | Zig:20   | Killed Cida the pandemonium lord
558832 | Zig:20   | Killed Oliw the pandemonium lord
558832 | Zig:20   | Killed Xumymp the pandemonium lord
558834 | Zig:20   | Killed Vuatsic the pandemonium lord
558839 | Zig:20   | Noticed Xamorch the pandemonium lord
558839 | Zig:20   | Noticed Xiah the pandemonium lord
558839 | Zig:20   | Killed Biotineb the pandemonium lord
558839 | Zig:20   | Killed Feduaf the pandemonium lord
558839 | Zig:20   | Killed Doujaepi the pandemonium lord
558839 | Zig:20   | Killed Liuxo the pandemonium lord
558839 | Zig:20   | Killed Bashrirghe the pandemonium lord
558840 | Zig:20   | Noticed Yniral the pandemonium lord
558841 | Zig:20   | Noticed Podil the pandemonium lord
558841 | Zig:20   | Noticed Gaziank the pandemonium lord
558841 | Zig:20   | Noticed Zoqieff the pandemonium lord
558841 | Zig:20   | Killed Toceuch the pandemonium lord
558841 | Zig:20   | Killed Alivogem the pandemonium lord
558842 | Zig:20   | Killed Feixyfo the pandemonium lord
558842 | Zig:20   | Killed Xiah the pandemonium lord
558842 | Zig:20   | Killed Cieti the pandemonium lord
558842 | Zig:20   | Killed Bidyfez the pandemonium lord
558842 | Zig:20   | Killed Qevuox the pandemonium lord
558843 | Zig:20   | Noticed Jatim the pandemonium lord
558844 | Zig:20   | Noticed Xaof the pandemonium lord
558845 | Zig:20   | Noticed Rankyesk the pandemonium lord
558845 | Zig:20   | Killed Voddauqi the pandemonium lord
558845 | Zig:20   | Killed Jatim the pandemonium lord
558845 | Zig:20   | Killed Yniral the pandemonium lord
558845 | Zig:20   | Killed Gaziank the pandemonium lord
558846 | Zig:20   | Noticed Aluffu the pandemonium lord
558846 | Zig:20   | Noticed Xitreone the pandemonium lord
558846 | Zig:20   | Noticed Vijoceix the pandemonium lord
558847 | Zig:20   | Noticed Zoexam the pandemonium lord
558847 | Zig:20   | Noticed Civifoludd the pandemonium lord
558847 | Zig:20   | Killed Igalas the pandemonium lord
558848 | Zig:20   | Noticed Tacranti the pandemonium lord
558848 | Zig:20   | Noticed Ygoloymy the pandemonium lord
558848 | Zig:20   | Killed Zoexam the pandemonium lord
558849 | Zig:20   | Noticed Wadagy the pandemonium lord
558852 | Zig:20   | Killed Xaof the pandemonium lord
558852 | Zig:20   | Killed Rusku the pandemonium lord
558852 | Zig:20   | Killed Zoqieff the pandemonium lord
558852 | Zig:20   | Killed Vucviucw the pandemonium lord
558855 | Zig:20   | Noticed Deellot the pandemonium lord
558855 | Zig:20   | Killed Ziman the pandemonium lord
558855 | Zig:20   | Killed Tacranti the pandemonium lord
558855 | Zig:20   | Killed Cihocac the pandemonium lord
558855 | Zig:20   | Killed Vijoceix the pandemonium lord
558855 | Zig:20   | Killed Wadagy the pandemonium lord
558857 | Zig:20   | Noticed Kaloamoi the pandemonium lord
558859 | Zig:20   | Noticed Kevonoi the pandemonium lord
558862 | Zig:20   | Noticed Alaa the pandemonium lord
558862 | Zig:20   | Noticed Hacvol the pandemonium lord
558862 | Zig:20   | Noticed Mucit Maumih the pandemonium lord
558862 | Zig:20   | Noticed Nieput the pandemonium lord
558862 | Zig:20   | Killed Iluo the pandemonium lord
558862 | Zig:20   | Killed Deellot the pandemonium lord
558862 | Zig:20   | Killed Aluffu the pandemonium lord
558862 | Zig:20   | Killed Ybaugyet the pandemonium lord
558862 | Zig:20   | Killed Podil the pandemonium lord
558863 | Zig:20   | Noticed Ukhiddo the pandemonium lord
558864 | Zig:20   | Killed Kaloamoi the pandemonium lord
558864 | Zig:20   | Killed Xitreone the pandemonium lord
558864 | Zig:20   | Killed Civifoludd the pandemonium lord
558864 | Zig:20   | Killed Houwn the pandemonium lord
558864 | Zig:20   | Killed Naoggono the pandemonium lord
558864 | Zig:20   | Killed Mucit Maumih the pandemonium lord
558865 | Zig:20   | Noticed Paoj Aly the pandemonium lord
558865 | Zig:20   | Killed Ukhiddo the pandemonium lord
558865 | Zig:20   | Killed Rankyesk the pandemonium lord
558865 | Zig:20   | Killed Azxug the pandemonium lord
558865 | Zig:20   | Killed Nieput the pandemonium lord
558865 | Zig:20   | Killed Xamorch the pandemonium lord
558865 | Zig:20   | Killed Alaa the pandemonium lord
558866 | Zig:20   | Noticed Ojaytsi the pandemonium lord
558866 | Zig:20   | Noticed Ysyffug the pandemonium lord
558866 | Zig:20   | Noticed Coaqostra the pandemonium lord
558869 | Zig:20   | Killed Ojaytsi the pandemonium lord
558869 | Zig:20   | Killed Daineywn the pandemonium lord
558869 | Zig:20   | Killed Ygoloymy the pandemonium lord
558869 | Zig:20   | Killed Coaqostra the pandemonium lord
558870 | Zig:20   | Noticed Comaac the pandemonium lord
558871 | Zig:20   | Noticed Daiwejex the pandemonium lord
558872 | Zig:20   | Killed Quteiremes the pandemonium lord
558872 | Zig:20   | Killed Kevonoi the pandemonium lord
558872 | Zig:20   | Killed Comaac the pandemonium lord
558873 | Zig:20   | Noticed Sojyteec the pandemonium lord
558875 | Zig:20   | Noticed Jiuvism the pandemonium lord
558875 | Zig:20   | Noticed Ustoilat the pandemonium lord
558875 | Zig:20   | Killed Samnui the pandemonium lord
558875 | Zig:20   | Killed Wuitheef the pandemonium lord
558875 | Zig:20   | Killed Siebael the pandemonium lord
558875 | Zig:20   | Killed Ysyffug the pandemonium lord
558876 | Zig:20   | Noticed Pexzy the pandemonium lord
558876 | Zig:20   | Noticed Nyssor the pandemonium lord
558876 | Zig:20   | Killed Nyssor the pandemonium lord
558876 | Zig:20   | Killed Wig Gucuqui the pandemonium lord
558876 | Zig:20   | Killed Caocy the pandemonium lord
558876 | Zig:20   | Killed Ustoilat the pandemonium lord
558877 | Zig:20   | Noticed Wuen the pandemonium lord
558877 | Zig:20   | Killed Daiwejex the pandemonium lord
558877 | Zig:20   | Killed Hacvol the pandemonium lord
558877 | Zig:20   | Killed Paoj Aly the pandemonium lord
558877 | Zig:20   | Killed Veqituo the pandemonium lord
558878 | Zig:20   | Noticed Ceug the pandemonium lord
558879 | Zig:20   | Noticed Plog the pandemonium lord
558879 | Zig:20   | Noticed Deumn the pandemonium lord
558879 | Zig:20   | Noticed Fothre the pandemonium lord
558879 | Zig:20   | Noticed Huraidisa the pandemonium lord
558879 | Zig:20   | Killed Ceug the pandemonium lord
558879 | Zig:20   | Killed Jiuvism the pandemonium lord
558880 | Zig:20   | Killed Fothre the pandemonium lord
558881 | Zig:20   | Killed Wuen the pandemonium lord
558882 | Zig:20   | Noticed Cuggyl the pandemonium lord
558883 | Zig:20   | Noticed Liquf the pandemonium lord
558883 | Zig:20   | Noticed Toerch the pandemonium lord
558884 | Zig:20   | Noticed Fasmi the pandemonium lord
558884 | Zig:20   | Noticed Urchaabank the pandemonium lord
558884 | Zig:20   | Killed Liquf the pandemonium lord
558884 | Zig:20   | Killed Soppuem the pandemonium lord
558884 | Zig:20   | Killed Foter the pandemonium lord
558885 | Zig:20   | Killed Fasmi the pandemonium lord
558885 | Zig:20   | Killed Huraidisa the pandemonium lord
558886 | Zig:20   | Killed Plog the pandemonium lord
558887 | Zig:20   | Noticed Yhumoy the pandemonium lord
558888 | Zig:20   | Noticed Dieph the pandemonium lord
558888 | Zig:20   | Killed Pexzy the pandemonium lord
558889 | Zig:20   | Noticed Poekhlof the pandemonium lord
558889 | Zig:20   | Killed Cuggyl the pandemonium lord
558891 | Zig:20   | Noticed Qafusk the pandemonium lord
558891 | Zig:20   | Noticed Xemafod the pandemonium lord
558893 | Zig:20   | Noticed Usugaula the pandemonium lord
558894 | Zig:20   | Noticed Kuobaela the pandemonium lord
558894 | Zig:20   | Killed Urchaabank the pandemonium lord
558894 | Zig:20   | Killed Xemafod the pandemonium lord
558895 | Zig:20   | Noticed Haafio the pandemonium lord
558895 | Zig:20   | Noticed Wifoskoe the pandemonium lord
558895 | Zig:20   | Noticed Fuurgh the pandemonium lord
558896 | Zig:20   | Noticed Ecolaaw the pandemonium lord
558897 | Zig:20   | Noticed Inaydo the pandemonium lord
558897 | Zig:20   | Noticed Totrid the pandemonium lord
558900 | Zig:20   | Noticed Qunec the pandemonium lord
558900 | Zig:20   | Noticed Yfurihuo the pandemonium lord
558900 | Zig:20   | Killed Dieph the pandemonium lord
558901 | Zig:20   | Noticed Fojext the pandemonium lord
558903 | Zig:20   | Noticed Byddiz Etre the pandemonium lord
558903 | Zig:20   | Killed Toerch the pandemonium lord
558904 | Zig:20   | Noticed Pith the pandemonium lord
558904 | Zig:20   | Noticed Gasas the pandemonium lord
558904 | Zig:20   | Killed Totrid the pandemonium lord
558904 | Zig:20   | Killed Ecolaaw the pandemonium lord
558904 | Zig:20   | Killed Qafusk the pandemonium lord
558904 | Zig:20   | Killed Qunec the pandemonium lord
558905 | Zig:20   | Noticed Gomoci Deysm the pandemonium lord
558906 | Zig:20   | Noticed Ziebafargh the pandemonium lord
558906 | Zig:20   | Killed Gasas the pandemonium lord
558906 | Zig:20   | Killed Gomoci Deysm the pandemonium lord
558906 | Zig:20   | Killed Fuurgh the pandemonium lord
558908 | Zig:20   | Killed Poekhlof the pandemonium lord
558909 | Zig:20   | Noticed Ohinkike the pandemonium lord
558909 | Zig:20   | Killed Fojext the pandemonium lord
558909 | Zig:20   | Killed Byddiz Etre the pandemonium lord
558909 | Zig:20   | Killed Sojyteec the pandemonium lord
558909 | Zig:20   | Killed Feduohilig the pandemonium lord
558909 | Zig:20   | Killed Haafio the pandemonium lord
558909 | Zig:20   | Killed Deumn the pandemonium lord
558911 | Zig:20   | Noticed Yseo the pandemonium lord
558911 | Zig:20   | Noticed Teesik the pandemonium lord
558911 | Zig:20   | Killed Yhumoy the pandemonium lord
558911 | Zig:20   | Killed Ziebafargh the pandemonium lord
558912 | Zig:20   | Noticed Gixej the pandemonium lord
558912 | Zig:20   | Noticed Sogoeq the pandemonium lord
558913 | Zig:20   | Noticed Taur the pandemonium lord
558913 | Zig:20   | Noticed Ohicol the pandemonium lord
558913 | Zig:20   | Killed Usugaula the pandemonium lord
558914 | Zig:20   | Noticed Weobewno the pandemonium lord
558914 | Zig:20   | Noticed Jyipraf the pandemonium lord
558915 | Zig:20   | Noticed Sesos the pandemonium lord
558915 | Zig:20   | Killed Taur the pandemonium lord
558916 | Zig:20   | Noticed Idorgh the pandemonium lord
558916 | Zig:20   | Noticed Halawkor the pandemonium lord
558917 | Zig:20   | Killed Yfurihuo the pandemonium lord
558917 | Zig:20   | Killed Weobewno the pandemonium lord
558917 | Zig:20   | Killed Paf Coci the pandemonium lord
558917 | Zig:20   | Killed Teesik the pandemonium lord
558917 | Zig:20   | Killed Yseo the pandemonium lord
558918 | Zig:20   | Noticed Obysopp the pandemonium lord
558918 | Zig:20   | Noticed Ewkur the pandemonium lord
558918 | Zig:20   | Killed Ohinkike the pandemonium lord
558918 | Zig:20   | Killed Ohicol the pandemonium lord
558918 | Zig:20   | Killed Obysopp the pandemonium lord
558918 | Zig:20   | Killed Sesos the pandemonium lord
558918 | Zig:20   | Killed Idorgh the pandemonium lord
558918 | Zig:20   | Killed Utevy the pandemonium lord
558919 | Zig:20   | Killed Pith the pandemonium lord
558919 | Zig:20   | Killed Sogoeq the pandemonium lord
558920 | Zig:20   | Killed Inaydo the pandemonium lord
558920 | Zig:20   | Killed Halawkor the pandemonium lord
558921 | Zig:20   | Killed Jyipraf the pandemonium lord
558921 | Zig:20   | Killed Ewkur the pandemonium lord
558921 | Zig:20   | Killed Kuobaela the pandemonium lord
558922 | Zig:20   | Noticed Ruwasit the pandemonium lord
558922 | Zig:20   | Noticed Otiynaywk the pandemonium lord
558923 | Zig:20   | Noticed Ickaa the pandemonium lord
558923 | Zig:20   | Noticed Jauv Fus the pandemonium lord
558923 | Zig:20   | Noticed Tautzeydem the pandemonium lord
558924 | Zig:20   | Noticed Wodoczum the pandemonium lord
558925 | Zig:20   | Noticed Wutal the pandemonium lord
558926 | Zig:20   | Killed Gixej the pandemonium lord
558927 | Zig:20   | Killed Jauv Fus the pandemonium lord
558927 | Zig:20   | Killed Wutal the pandemonium lord
558927 | Zig:20   | Killed Otiynaywk the pandemonium lord
558933 | Zig:20   | Noticed Leav the pandemonium lord
558933 | Zig:20   | Killed Tautzeydem the pandemonium lord
558933 | Zig:20   | Killed Wodoczum the pandemonium lord
558934 | Zig:20   | Killed Ruwasit the pandemonium lord
558935 | Zig:20   | Killed Ickaa the pandemonium lord
558936 | Zig:20   | Noticed Modghal the pandemonium lord
558936 | Zig:20   | Noticed Vyuplal the pandemonium lord
558939 | Zig:20   | Noticed Byfunuik the pandemonium lord
558939 | Zig:20   | Noticed Oru Mere the pandemonium lord
558941 | Zig:20   | Killed Wifoskoe the pandemonium lord
558941 | Zig:20   | Killed Vyuplal the pandemonium lord
558945 | Zig:20   | Killed Leav the pandemonium lord
558945 | Zig:20   | Killed Modghal the pandemonium lord
558947 | Zig:20   | Killed Byfunuik the pandemonium lord
558949 | Zig:20   | Killed Oru Mere the pandemonium lord
558950 | Zig:20   | Noticed Guaram the pandemonium lord
558952 | Zig:20   | Killed Guaram the pandemonium lord
559000 | Zig:20   | Got a flickering jade amulet
559001 | Zig:20   | Identified the amulet "Kalenu" {RegenMP rPois rF- Int+7} (You found it on level 20 of a ziggurat)
559240 | Zig:21   | Entered Level 21 of a ziggurat
559299 | Zig:21   | Got a faintly glowing steel ring
559324 | Zig:21   | Got a crude silver ring
559326 | Zig:21   | Identified the ring "Paggai" {+Fly Dex+4 Stlth+} (You found it on level 21 of a ziggurat)
559345 | Zig:21   | Got a smoking emerald amulet
559346 | Zig:21   | Identified the amulet of Ipuyc {Spirit rN+} (You found it on level 21 of a ziggurat)
559348 | Zig:21   | Identified the cursed ring of the Slug {rElec rC- rN+++ Int-3} (You found it on level 21 of a ziggurat)
559592 | Zig:22   | Entered Level 22 of a ziggurat
559592 | Zig:22   | Noticed an ancient lich
559592 | Zig:22   | Noticed an ancient lich
559592 | Zig:22   | Noticed an ancient lich
559592 | Zig:22   | Noticed an ancient lich
559592 | Zig:22   | Noticed an ancient lich
559592 | Zig:22   | Noticed an ancient lich
559592 | Zig:22   | Noticed an ancient lich
559592 | Zig:22   | Noticed an ancient lich
559592 | Zig:22   | Noticed an ancient lich
559592 | Zig:22   | Noticed an ancient lich
559592 | Zig:22   | Noticed an ancient lich
559592 | Zig:22   | Noticed an ancient lich
559592 | Zig:22   | Noticed an ancient lich
559592 | Zig:22   | Noticed an ancient lich
559592 | Zig:22   | Noticed an ancient lich
559593 | Zig:22   | Killed an ancient lich
559593 | Zig:22   | Killed an ancient lich
559593 | Zig:22   | Killed an ancient lich
559593 | Zig:22   | Killed an ancient lich
559593 | Zig:22   | Killed an ancient lich
559593 | Zig:22   | Killed an ancient lich
559593 | Zig:22   | Killed an ancient lich
559594 | Zig:22   | Noticed an ancient lich
559594 | Zig:22   | Noticed an ancient lich
559594 | Zig:22   | Killed an ancient lich
559594 | Zig:22   | Killed an ancient lich
559594 | Zig:22   | Killed an ancient lich
559594 | Zig:22   | Killed an ancient lich
559594 | Zig:22   | Killed an ancient lich
559594 | Zig:22   | Killed an ancient lich
559594 | Zig:22   | Killed an ancient lich
559595 | Zig:22   | Noticed an ancient lich
559595 | Zig:22   | Noticed an ancient lich
559595 | Zig:22   | Noticed an ancient lich
559595 | Zig:22   | Noticed an ancient lich
559596 | Zig:22   | Killed an ancient lich
559597 | Zig:22   | Noticed an ancient lich
559597 | Zig:22   | Killed an ancient lich
559598 | Zig:22   | Noticed an ancient lich
559598 | Zig:22   | Noticed an ancient lich
559598 | Zig:22   | Noticed an ancient lich
559598 | Zig:22   | Noticed an ancient lich
559598 | Zig:22   | Killed an ancient lich
559599 | Zig:22   | Noticed an ancient lich
559599 | Zig:22   | Noticed an ancient lich
559599 | Zig:22   | Killed an ancient lich
559600 | Zig:22   | Killed an ancient lich
559600 | Zig:22   | Killed an ancient lich
559600 | Zig:22   | Killed an ancient lich
559600 | Zig:22   | Killed an ancient lich
559600 | Zig:22   | Killed an ancient lich
559601 | Zig:22   | Noticed an ancient lich
559601 | Zig:22   | Noticed an ancient lich
559601 | Zig:22   | Noticed an ancient lich
559601 | Zig:22   | Noticed an ancient lich
559601 | Zig:22   | Noticed an ancient lich
559601 | Zig:22   | Killed an ancient lich
559601 | Zig:22   | Killed an ancient lich
559601 | Zig:22   | Killed an ancient lich
559601 | Zig:22   | Killed an ancient lich
559602 | Zig:22   | Noticed an ancient lich
559602 | Zig:22   | Noticed an ancient lich
559602 | Zig:22   | Noticed an ancient lich
559602 | Zig:22   | Noticed an ancient lich
559602 | Zig:22   | Noticed an ancient lich
559602 | Zig:22   | Noticed an ancient lich
559602 | Zig:22   | Noticed an ancient lich
559602 | Zig:22   | Noticed an ancient lich
559602 | Zig:22   | Noticed an ancient lich
559602 | Zig:22   | Noticed an ancient lich
559602 | Zig:22   | Noticed an ancient lich
559602 | Zig:22   | Noticed an ancient lich
559603 | Zig:22   | Noticed an ancient lich
559603 | Zig:22   | Noticed an ancient lich
559604 | Zig:22   | Noticed an ancient lich
559604 | Zig:22   | Killed an ancient lich
559604 | Zig:22   | Killed an ancient lich
559604 | Zig:22   | Killed an ancient lich
559604 | Zig:22   | Killed an ancient lich
559604 | Zig:22   | Killed an ancient lich
559604 | Zig:22   | Killed an ancient lich
559604 | Zig:22   | Killed an ancient lich
559604 | Zig:22   | Killed an ancient lich
559604 | Zig:22   | Killed an ancient lich
559604 | Zig:22   | Killed an ancient lich
559604 | Zig:22   | Killed an ancient lich
559604 | Zig:22   | Killed an ancient lich
559604 | Zig:22   | Killed an ancient lich
559604 | Zig:22   | Killed an ancient lich
559605 | Zig:22   | Noticed an ancient lich
559605 | Zig:22   | Noticed an ancient lich
559605 | Zig:22   | Killed an ancient lich
559605 | Zig:22   | Killed an ancient lich
559605 | Zig:22   | Killed an ancient lich
559605 | Zig:22   | Killed an ancient lich
559605 | Zig:22   | Killed an ancient lich
559605 | Zig:22   | Killed an ancient lich
559605 | Zig:22   | Killed an ancient lich
559606 | Zig:22   | Noticed an ancient lich
559606 | Zig:22   | Noticed an ancient lich
559606 | Zig:22   | Noticed an ancient lich
559606 | Zig:22   | Noticed an ancient lich
559606 | Zig:22   | Noticed an ancient lich
559606 | Zig:22   | Noticed an ancient lich
559606 | Zig:22   | Noticed an ancient lich
559607 | Zig:22   | Noticed an ancient lich
559607 | Zig:22   | Noticed an ancient lich
559607 | Zig:22   | Noticed an ancient lich
559607 | Zig:22   | Noticed an ancient lich
559607 | Zig:22   | Noticed an ancient lich
559607 | Zig:22   | Noticed an ancient lich
559607 | Zig:22   | Noticed an ancient lich
559607 | Zig:22   | Noticed an ancient lich
559607 | Zig:22   | Noticed an ancient lich
559607 | Zig:22   | Noticed an ancient lich
559607 | Zig:22   | Noticed an ancient lich
559607 | Zig:22   | Killed an ancient lich
559608 | Zig:22   | Noticed an ancient lich
559608 | Zig:22   | Noticed an ancient lich
559609 | Zig:22   | Noticed an ancient lich
559609 | Zig:22   | Noticed an ancient lich
559609 | Zig:22   | Noticed an ancient lich
559609 | Zig:22   | Noticed an ancient lich
559609 | Zig:22   | Killed an ancient lich
559609 | Zig:22   | Killed an ancient lich
559610 | Zig:22   | Noticed an ancient lich
559610 | Zig:22   | Noticed an ancient lich
559610 | Zig:22   | Noticed an ancient lich
559610 | Zig:22   | Noticed an ancient lich
559610 | Zig:22   | Noticed an ancient lich
559610 | Zig:22   | Noticed an ancient lich
559610 | Zig:22   | Killed an ancient lich
559610 | Zig:22   | Killed an ancient lich
559610 | Zig:22   | Killed an ancient lich
559611 | Zig:22   | Noticed an ancient lich
559611 | Zig:22   | Noticed an ancient lich
559611 | Zig:22   | Noticed an ancient lich
559611 | Zig:22   | Killed an ancient lich
559611 | Zig:22   | Killed an ancient lich
559611 | Zig:22   | Killed an ancient lich
559611 | Zig:22   | Killed an ancient lich
559611 | Zig:22   | Killed an ancient lich
559611 | Zig:22   | Killed an ancient lich
559611 | Zig:22   | Killed an ancient lich
559611 | Zig:22   | Killed an ancient lich
559611 | Zig:22   | Killed an ancient lich
559611 | Zig:22   | Killed an ancient lich
559612 | Zig:22   | Noticed an ancient lich
559612 | Zig:22   | Noticed an ancient lich
559612 | Zig:22   | Noticed an ancient lich
559612 | Zig:22   | Noticed an ancient lich
559612 | Zig:22   | Noticed an ancient lich
559612 | Zig:22   | Noticed an ancient lich
559612 | Zig:22   | Noticed an ancient lich
559612 | Zig:22   | Noticed an ancient lich
559613 | Zig:22   | Noticed an ancient lich
559613 | Zig:22   | Noticed an ancient lich
559614 | Zig:22   | Noticed an ancient lich
559614 | Zig:22   | Killed an ancient lich
559614 | Zig:22   | Killed an ancient lich
559614 | Zig:22   | Killed an ancient lich
559614 | Zig:22   | Killed an ancient lich
559614 | Zig:22   | Killed an ancient lich
559614 | Zig:22   | Killed an ancient lich
559614 | Zig:22   | Killed an ancient lich
559614 | Zig:22   | Killed an ancient lich
559614 | Zig:22   | Killed an ancient lich
559614 | Zig:22   | Killed an ancient lich
559614 | Zig:22   | Killed an ancient lich
559614 | Zig:22   | Killed an ancient lich
559614 | Zig:22   | Killed an ancient lich
559614 | Zig:22   | Killed an ancient lich
559614 | Zig:22   | Killed an ancient lich
559614 | Zig:22   | Killed an ancient lich
559614 | Zig:22   | Killed an ancient lich
559614 | Zig:22   | Killed an ancient lich
559614 | Zig:22   | Killed an ancient lich
559614 | Zig:22   | Killed an ancient lich
559616 | Zig:22   | Killed an ancient lich
559616 | Zig:22   | Killed an ancient lich
559616 | Zig:22   | Killed an ancient lich
559617 | Zig:22   | Killed an ancient lich
559617 | Zig:22   | Killed an ancient lich
559617 | Zig:22   | Killed an ancient lich
559618 | Zig:22   | Noticed an ancient lich
559618 | Zig:22   | Killed an ancient lich
559618 | Zig:22   | Killed an ancient lich
559618 | Zig:22   | Killed an ancient lich
559619 | Zig:22   | Noticed an ancient lich
559620 | Zig:22   | Killed an ancient lich
559623 | Zig:22   | Killed an ancient lich
559623 | Zig:22   | Killed an ancient lich
559634 | Zig:22   | Got a smoking amber ring
559636 | Zig:22   | Identified the ring "Toqehuel" {*Drain rPois rC++ Slay+4 SInv} (You found it on level 22 of a ziggurat)
559702 | Zig:22   | Got a smoking lapis lazuli ring
559703 | Zig:22   | Identified the ring "Ubroikap" {Ice *Corrode rElec rN+++ Str+2} (You found it on level 22 of a ziggurat)
559773 | Zig:22   | Got a coiled silver ring
559774 | Zig:22   | Identified the ring of the Last Wars {rN+ Int+3 Dex+2 Slay-2} (You found it on level 22 of a ziggurat)
559811 | Zig:23   | Entered Level 23 of a ziggurat
560252 | Zig:23   | Identified the Reference Book on the Cloudy Frostbite
560273 | Zig:23   | Got a faintly glowing bronze ring
560275 | Zig:23   | Identified the ring "Billymim" {rPois Int+3 SInv} (You found it on level 23 of a ziggurat)
560305 | Zig:23   | Got a glittering bone ring
560306 | Zig:23   | Identified the ring of Spite {rElec rPois rC- rN+++ MR+} (You found it on level 23 of a ziggurat)
560374 | Zig:23   | Identified the cursed +1 broad axe "Ivacw" {drain, *Noise +Blink rF- Str+9} (You found it on level 23 of a ziggurat)
560405 | Zig:23   | Identified the Compendium of Earthen Necromancy
560420 | Zig:24   | Entered Level 24 of a ziggurat
560477 | Zig:24   | Got an ancient marble ring
560479 | Zig:24   | Identified the ring "Lizanije" {rN+ Str+2} (You found it on level 24 of a ziggurat)
560485 | Zig:24   | Got a smoking glass ring
560486 | Zig:24   | Identified the cursed ring "Koqeifib" {rF++ Int-5} (You found it on level 24 of a ziggurat)
560493 | Zig:24   | Got a bound silver ring
560494 | Zig:24   | Identified the ring "Narraw" {*Slow +Inv +Fly rPois Int+6} (You found it on level 24 of a ziggurat)
560499 | Zig:24   | Got a slimy graven amulet
560500 | Zig:24   | Identified the amulet "Horuen" {Reflect +Fly rF- Dex+3 Slay+3 SH+3} (You found it on level 24 of a ziggurat)
560534 | Zig:24   | Got a fine bronze ring
560535 | Zig:24   | Identified the ring "Qoywnyategg" {rCorr rF- rC+ Stlth+} (You found it on level 24 of a ziggurat)
560540 | Zig:24   | Got a flickering tin ring
560541 | Zig:24   | Identified the ring of Eshremet {Str+3 Dex+3 Stlth+} (You found it on level 24 of a ziggurat)
560629 | Zig:24   | Got a glittering brass amulet
560630 | Zig:24   | Identified the amulet of Obsession {Inacc MR- Dex+3} (You found it on level 24 of a ziggurat)
560638 | Zig:24   | Identified the +2 cloak of Daisies {Str+4} (You found it on level 24 of a ziggurat)
560670 | Zig:25   | Entered Level 25 of a ziggurat
561071 | Zig:25   | Got an ancient tin ring
561093 | Zig:25   | Got a flickering wooden ring
561095 | Zig:25   | Identified the ring "Viurolop" {Wiz rF+++} (You found it on level 25 of a ziggurat)
561112 | Zig:25   | Got a clouded bronze ring
561114 | Zig:25   | Identified the ring "Xank" {*Corrode rElec rPois MP+9 Str+9} (You found it on level 25 of a ziggurat)
561121 | Zig:25   | Got a sparkling pewter amulet
561122 | Zig:25   | Identified the amulet of the Genius {Harm *Drain rF- Str+6 Dex+3} (You found it on level 25 of a ziggurat)
561163 | Zig:25   | Got a twitching bronze ring
561165 | Zig:25   | Identified the ring of the Trout {Fire +Blink Str+5} (You found it on level 25 of a ziggurat)
561238 | Zig:25   | Identified the Reference Book on the Traveller and Augmentations
561252 | Zig:26   | Entered Level 26 of a ziggurat
561312 | Zig:26   | Got a serpentine bronze ring
561314 | Zig:26   | Identified the ring of Catul {rPois MR+ Int+5} (You found it on level 26 of a ziggurat)
561423 | Zig:27   | Entered Level 27 of a ziggurat
561555 | Zig:27   | Identified the +11 large shield of Tinulupy {MR- Int+4 Dex+2} (You took it off a daeva on level 27 of a ziggurat)
561559 | Zig:27   | Identified the ring "Qaseriem" {MR++ Str-4 Dex+6} (You found it on level 25 of a ziggurat)
561573 | Zig:27   | Identified the +3 large shield "Secibaic" {rN+ Int+3} (You took it off a daeva on level 27 of a ziggurat)
561582 | Zig:27   | Identified the +10 large shield of Starshine {Regen+ Dex+2} (You took it off a daeva on level 27 of a ziggurat)
561595 | Zig:27   | Identified the +5 large shield of Folo Vuwk {rF+} (You took it off a daeva on level 27 of a ziggurat)
561600 | Zig:27   | Identified the +3 large shield "Atsithio" {rElec rN+ MR-} (You took it off a daeva on level 27 of a ziggurat)
561619 | Zig:27   | Identified the +7 large shield "Etwo" {+Inv} (You took it off a daeva on level 27 of a ziggurat)
561620 | Zig:27   | Identified the +0 large shield of the Hare {Int+4 SInv Stlth+} (You took it off a daeva on level 27 of a ziggurat)
561621 | Zig:27   | Identified the cursed -5 large shield "Raiseal" {Str+3 Slay+3} (You took it off a daeva on level 27 of a ziggurat)
561626 | Zig:27   | Identified the -8 large shield of Jedghasa {rCorr} (You took it off a daeva on level 27 of a ziggurat)
561637 | Zig:27   | Identified the +3 large shield "Ofioroa" {rCorr SInv} (You took it off a daeva on level 27 of a ziggurat)
561669 | Zig:27   | Identified the +0 pair of boots of Birdsong {Dex+2} (You found it on level 27 of a ziggurat)
561695 | Zig:27   | Got a warped jade amulet
561696 | Zig:27   | Identified the amulet of Fezag {Spirit rC- Int+2 Dex+3 SInv} (You found it on level 27 of a ziggurat)
561704 | Zig:27   | Got a twitching lapis lazuli ring
561706 | Zig:27   | Identified the ring of Midsummer {Str+2 SInv} (You found it on level 27 of a ziggurat)
561736 | Zig:27   | Identified the +8 broad axe of Madotoj {protect, +Rage rPois MR+} (You found it on level 27 of a ziggurat)
561806 | Depths:2 | Identified the +0 pair of gloves of Zutu {rElec Int+3} (You acquired it on level 2 of the Depths)
561807 | Depths:2 | Identified the +0 pair of gloves of Elitism {Int+2} (You acquired it on level 2 of the Depths)
561808 | Depths:2 | Identified the +1 pair of boots of the Spheres {Dex+3} (You acquired it on level 2 of the Depths)
561809 | Depths:2 | Identified the +1 pair of boots of the Catfish {+Inv Dex+6} (You acquired it on level 2 of the Depths)
561810 | Depths:2 | Identified the +0 pair of gloves of Supple Strength {+Fly rPois rN+++ Int-3} (You acquired it on level 2 of the Depths)
561811 | Depths:2 | Got an emerald-encrusted plate armour
561889 | Zig:1    | Entered Level 1 of a ziggurat
561891 | Zig:1    | Noticed Kaolayrph the pandemonium lord
561902 | Zig:1    | Killed Kaolayrph the pandemonium lord
561942 | Zig:2    | Entered Level 2 of a ziggurat
561964 | Zig:2    | Got a faintly glowing emerald amulet
561965 | Zig:2    | Identified the amulet of the Good {Harm *Drain rN++ Int+2} (You found it on level 2 of a ziggurat)
562004 | Zig:3    | Entered Level 3 of a ziggurat
562064 | Zig:4    | Entered Level 4 of a ziggurat
562120 | Zig:4    | Got a pitted golden ring
562121 | Zig:4    | Identified Deopoas's Compendium of Creative Beguiling
562123 | Zig:4    | Identified the ring "Mefunak" {*Contam MR+ Int+3 Dex+4 Stlth+} (You found it on level 4 of a ziggurat)
562465 | Zig:5    | Entered Level 5 of a ziggurat
562481 | Zig:5    | Got a clouded pewter amulet
562482 | Zig:5    | Identified the amulet "Ifisig" {Reflect SH+3 Stlth+} (You found it on level 5 of a ziggurat)
562489 | Zig:5    | Got a faintly glowing lapis lazuli ring
562491 | Zig:5    | Identified the ring of the Neverending Lies {*Corrode rElec rN+ Int+3 Dex+3} (You found it on level 5 of a ziggurat)
562576 | Zig:6    | Entered Level 6 of a ziggurat
562602 | Zig:6    | Noticed Voddesub the pandemonium lord
562609 | Zig:6    | Killed Voddesub the pandemonium lord
562671 | Zig:7    | Entered Level 7 of a ziggurat
562816 | Zig:8    | Entered Level 8 of a ziggurat
562816 | Zig:8    | Noticed Yfugion the pandemonium lord
562816 | Zig:8    | Noticed Egutipam the pandemonium lord
562816 | Zig:8    | Noticed Peiphuci the pandemonium lord
562816 | Zig:8    | Noticed Gaixaimn the pandemonium lord
562816 | Zig:8    | Noticed Fyh Opneu the pandemonium lord
562816 | Zig:8    | Noticed Nugounk the pandemonium lord
562816 | Zig:8    | Noticed Focyseogi the pandemonium lord
562816 | Zig:8    | Noticed Sezxyotu the pandemonium lord
562816 | Zig:8    | Noticed Enyer the pandemonium lord
562816 | Zig:8    | Noticed Osmen the pandemonium lord
562816 | Zig:8    | Noticed Bozuhi the pandemonium lord
562816 | Zig:8    | Noticed Buis the pandemonium lord
562816 | Zig:8    | Noticed Dungef the pandemonium lord
562816 | Zig:8    | Noticed Xiunucag the pandemonium lord
562816 | Zig:8    | Noticed Opny the pandemonium lord
562816 | Zig:8    | Noticed Qoenup the pandemonium lord
562816 | Zig:8    | Noticed Limil the pandemonium lord
562816 | Zig:8    | Noticed Bypro the pandemonium lord
562816 | Zig:8    | Noticed Demmocvenn the pandemonium lord
562816 | Zig:8    | Noticed Lotao the pandemonium lord
562816 | Zig:8    | Noticed Riupaph the pandemonium lord
562816 | Zig:8    | Noticed Otailed the pandemonium lord
562816 | Zig:8    | Noticed Pigual the pandemonium lord
562816 | Zig:8    | Noticed Gubat the pandemonium lord
562816 | Zig:8    | Noticed Nooqad Famno the pandemonium lord
562816 | Zig:8    | Noticed Itegink the pandemonium lord
562816 | Zig:8    | Noticed Kaewomm the pandemonium lord
562816 | Zig:8    | Noticed Jauseato the pandemonium lord
562816 | Zig:8    | Noticed Gorack the pandemonium lord
562816 | Zig:8    | Noticed Cetyug the pandemonium lord
562818 | Zig:8    | Noticed Fetuqyst the pandemonium lord
562818 | Zig:8    | Noticed Soahigyp the pandemonium lord
562821 | Zig:8    | Killed Gorack the pandemonium lord
562821 | Zig:8    | Killed Pigual the pandemonium lord
562822 | Zig:8    | Noticed Saf Geol the pandemonium lord
562822 | Zig:8    | Killed Fyh Opneu the pandemonium lord
562822 | Zig:8    | Killed Nooqad Famno the pandemonium lord
562822 | Zig:8    | Killed Qoenup the pandemonium lord
562822 | Zig:8    | Killed Dungef the pandemonium lord
562822 | Zig:8    | Killed Gubat the pandemonium lord
562823 | Zig:8    | Noticed Ithaeg the pandemonium lord
562823 | Zig:8    | Noticed Xozac the pandemonium lord
562823 | Zig:8    | Killed Bozuhi the pandemonium lord
562823 | Zig:8    | Killed Lotao the pandemonium lord
562823 | Zig:8    | Killed Limil the pandemonium lord
562823 | Zig:8    | Killed Bypro the pandemonium lord
562823 | Zig:8    | Killed Riupaph the pandemonium lord
562823 | Zig:8    | Killed Xiunucag the pandemonium lord
562823 | Zig:8    | Killed Opny the pandemonium lord
562823 | Zig:8    | Killed Osmen the pandemonium lord
562823 | Zig:8    | Killed Peiphuci the pandemonium lord
562824 | Zig:8    | Noticed Hewk the pandemonium lord
562824 | Zig:8    | Killed Itegink the pandemonium lord
562824 | Zig:8    | Noticed Feaps the pandemonium lord
562826 | Zig:8    | Noticed Fagiostru the pandemonium lord
562826 | Zig:8    | Noticed Soall the pandemonium lord
562826 | Zig:8    | Noticed Oviuptuy the pandemonium lord
562827 | Zig:8    | Noticed Ajuphum the pandemonium lord
562827 | Zig:8    | Noticed Somowaa the pandemonium lord
562827 | Zig:8    | Killed Cetyug the pandemonium lord
562827 | Zig:8    | Killed Jauseato the pandemonium lord
562828 | Zig:8    | Noticed Suyt the pandemonium lord
562828 | Zig:8    | Noticed Niokaof the pandemonium lord
562829 | Zig:8    | Noticed Kisaseux the pandemonium lord
562829 | Zig:8    | Noticed Laikhouc the pandemonium lord
562829 | Zig:8    | Noticed Emecye the pandemonium lord
562831 | Zig:8    | Noticed Sueleene the pandemonium lord
562833 | Zig:8    | Killed Sezxyotu the pandemonium lord
562834 | Zig:8    | Noticed Gogun the pandemonium lord
562836 | Zig:8    | Noticed Vatsanenk the pandemonium lord
562836 | Zig:8    | Killed Soall the pandemonium lord
562838 | Zig:8    | Noticed Egrapn the pandemonium lord
562839 | Zig:8    | Killed Fagiostru the pandemonium lord
562839 | Zig:8    | Killed Niokaof the pandemonium lord
562840 | Zig:8    | Killed Kaewomm the pandemonium lord
562840 | Zig:8    | Killed Otailed the pandemonium lord
562842 | Zig:8    | Noticed Xiumudd the pandemonium lord
562843 | Zig:8    | Noticed Hunum the pandemonium lord
562843 | Zig:8    | Killed Demmocvenn the pandemonium lord
562844 | Zig:8    | Killed Hewk the pandemonium lord
562845 | Zig:8    | Noticed Rofu the pandemonium lord
562846 | Zig:8    | Noticed Lesicsy the pandemonium lord
562846 | Zig:8    | Killed Egutipam the pandemonium lord
562847 | Zig:8    | Noticed Qecueh the pandemonium lord
562847 | Zig:8    | Noticed Metaffi the pandemonium lord
562848 | Zig:8    | Noticed Honwo the pandemonium lord
562848 | Zig:8    | Killed Buis the pandemonium lord
562848 | Zig:8    | Killed Fetuqyst the pandemonium lord
562848 | Zig:8    | Killed Gaixaimn the pandemonium lord
562848 | Zig:8    | Killed Sueleene the pandemonium lord
562848 | Zig:8    | Killed Laikhouc the pandemonium lord
562848 | Zig:8    | Killed Enyer the pandemonium lord
562849 | Zig:8    | Noticed Biruh the pandemonium lord
562849 | Zig:8    | Noticed Uryurghorph the pandemonium lord
562849 | Zig:8    | Killed Xozac the pandemonium lord
562849 | Zig:8    | Killed Ajuphum the pandemonium lord
562849 | Zig:8    | Killed Yfugion the pandemonium lord
562849 | Zig:8    | Killed Saf Geol the pandemonium lord
562849 | Zig:8    | Killed Feaps the pandemonium lord
562849 | Zig:8    | Killed Ferrosiz the pandemonium lord
562850 | Zig:8    | Noticed Qilloxa the pandemonium lord
562851 | Zig:8    | Killed Uryurghorph the pandemonium lord
562851 | Zig:8    | Killed Qecueh the pandemonium lord
562851 | Zig:8    | Killed Soahigyp the pandemonium lord
562851 | Zig:8    | Killed Honwo the pandemonium lord
562851 | Zig:8    | Killed Vatsanenk the pandemonium lord
562851 | Zig:8    | Killed Suyt the pandemonium lord
562851 | Zig:8    | Killed Somowaa the pandemonium lord
562851 | Zig:8    | Killed Nugounk the pandemonium lord
562851 | Zig:8    | Killed Buotopp the pandemonium lord
562851 | Zig:8    | Killed Focyseogi the pandemonium lord
562852 | Zig:8    | Noticed Luinu Vou the pandemonium lord
562852 | Zig:8    | Killed Luinu Vou the pandemonium lord
562852 | Zig:8    | Killed Oviuptuy the pandemonium lord
562852 | Zig:8    | Killed Lesicsy the pandemonium lord
562852 | Zig:8    | Killed Gogun the pandemonium lord
562853 | Zig:8    | Noticed Apuost the pandemonium lord
562853 | Zig:8    | Noticed Xaics the pandemonium lord
562853 | Zig:8    | Noticed Bazoraz the pandemonium lord
562854 | Zig:8    | Noticed Xahoamn the pandemonium lord
562854 | Zig:8    | Noticed Raha the pandemonium lord
562854 | Zig:8    | Noticed Ynweoh the pandemonium lord
562854 | Zig:8    | Killed Egrapn the pandemonium lord
562855 | Zig:8    | Noticed Oxzoe the pandemonium lord
562855 | Zig:8    | Noticed Wiucsume the pandemonium lord
562855 | Zig:8    | Noticed Loet the pandemonium lord
562856 | Zig:8    | Noticed Kyn Maj the pandemonium lord
562857 | Zig:8    | Noticed Cantom the pandemonium lord
562857 | Zig:8    | Noticed Kuwkoup the pandemonium lord
562857 | Zig:8    | Killed Qilloxa the pandemonium lord
562858 | Zig:8    | Noticed Nijyth the pandemonium lord
562858 | Zig:8    | Noticed Tejoepp the pandemonium lord
562858 | Zig:8    | Noticed Ruuqegur the pandemonium lord
562859 | Zig:8    | Noticed Woaqeaj the pandemonium lord
562859 | Zig:8    | Noticed Geuluer the pandemonium lord
562859 | Zig:8    | Killed Rofu the pandemonium lord
562859 | Zig:8    | Killed Ithaeg the pandemonium lord
562861 | Zig:8    | Noticed Ageshre the pandemonium lord
562861 | Zig:8    | Killed Emecye the pandemonium lord
562862 | Zig:8    | Noticed Ihokiw the pandemonium lord
562863 | Zig:8    | Noticed Gago the pandemonium lord
562863 | Zig:8    | Killed Biruh the pandemonium lord
562863 | Zig:8    | Killed Ynweoh the pandemonium lord
562863 | Zig:8    | Killed Raha the pandemonium lord
562864 | Zig:8    | Noticed Apney the pandemonium lord
562865 | Zig:8    | Noticed Jiwnax the pandemonium lord
562866 | Zig:8    | Killed Ageshre the pandemonium lord
562867 | Zig:8    | Noticed Puurerem the pandemonium lord
562868 | Zig:8    | Noticed Ziaces the pandemonium lord
562868 | Zig:8    | Killed Loet the pandemonium lord
562872 | Zig:8    | Killed Ruuqegur the pandemonium lord
562873 | Zig:8    | Noticed Deteiria the pandemonium lord
562873 | Zig:8    | Killed Wiucsume the pandemonium lord
562874 | Zig:8    | Noticed Muobony the pandemonium lord
562875 | Zig:8    | Noticed Bumomui the pandemonium lord
562875 | Zig:8    | Killed Kisaseux the pandemonium lord
562875 | Zig:8    | Killed Kuwkoup the pandemonium lord
562875 | Zig:8    | Killed Xaics the pandemonium lord
562875 | Zig:8    | Killed Hunum the pandemonium lord
562875 | Zig:8    | Killed Apuost the pandemonium lord
562875 | Zig:8    | Killed Bazoraz the pandemonium lord
562875 | Zig:8    | Killed Apney the pandemonium lord
562875 | Zig:8    | Killed Kyn Maj the pandemonium lord
562876 | Zig:8    | Killed Tejoepp the pandemonium lord
562876 | Zig:8    | Killed Jiwnax the pandemonium lord
562876 | Zig:8    | Killed Bumomui the pandemonium lord
562877 | Zig:8    | Killed Metaffi the pandemonium lord
562878 | Zig:8    | Noticed Raeliy the pandemonium lord
562878 | Zig:8    | Noticed Ithregiur the pandemonium lord
562879 | Zig:8    | Noticed Yshaud the pandemonium lord
562879 | Zig:8    | Killed Geuluer the pandemonium lord
562879 | Zig:8    | Killed Xahoamn the pandemonium lord
562880 | Zig:8    | Noticed Syelunim the pandemonium lord
562880 | Zig:8    | Noticed Cuhe the pandemonium lord
562880 | Zig:8    | Killed Puurerem the pandemonium lord
562880 | Zig:8    | Killed Deteiria the pandemonium lord
562881 | Zig:8    | Noticed Wughimi Jik the pandemonium lord
562881 | Zig:8    | Killed Ithregiur the pandemonium lord
562881 | Zig:8    | Killed Gago the pandemonium lord
562881 | Zig:8    | Killed Wughimi Jik the pandemonium lord
562882 | Zig:8    | Noticed Lifa Luf the pandemonium lord
562882 | Zig:8    | Noticed Waush the pandemonium lord
562883 | Zig:8    | Noticed Ugeganadd the pandemonium lord
562883 | Zig:8    | Noticed Fazxio the pandemonium lord
562884 | Zig:8    | Noticed Amnof the pandemonium lord
562884 | Zig:8    | Noticed Zixagiu the pandemonium lord
562884 | Zig:8    | Killed Zixagiu the pandemonium lord
562884 | Zig:8    | Killed Syelunim the pandemonium lord
562885 | Zig:8    | Noticed Qistij the pandemonium lord
562886 | Zig:8    | Noticed Oloblue the pandemonium lord
562887 | Zig:8    | Noticed Peitt the pandemonium lord
562887 | Zig:8    | Noticed Wocra the pandemonium lord
562887 | Zig:8    | Noticed Kuvutec the pandemonium lord
562889 | Zig:8    | Noticed Dowkie the pandemonium lord
562889 | Zig:8    | Noticed Fipo the pandemonium lord
562890 | Zig:8    | Killed Lifa Luf the pandemonium lord
562894 | Zig:8    | Killed Wocra the pandemonium lord
562895 | Zig:8    | Killed Oloblue the pandemonium lord
562895 | Zig:8    | Killed Ziaces the pandemonium lord
562895 | Zig:8    | Killed Nijyth the pandemonium lord
562895 | Zig:8    | Killed Raeliy the pandemonium lord
562895 | Zig:8    | Killed Oxzoe the pandemonium lord
562895 | Zig:8    | Killed Woaqeaj the pandemonium lord
562895 | Zig:8    | Killed Cantom the pandemonium lord
562895 | Zig:8    | Killed Muobony the pandemonium lord
562895 | Zig:8    | Killed Waush the pandemonium lord
562895 | Zig:8    | Killed Yshaud the pandemonium lord
562896 | Zig:8    | Noticed Sufit the pandemonium lord
562897 | Zig:8    | Killed Kuvutec the pandemonium lord
562897 | Zig:8    | Killed Cuhe the pandemonium lord
562897 | Zig:8    | Killed Dowkie the pandemonium lord
562901 | Zig:8    | Noticed Saqic the pandemonium lord
562901 | Zig:8    | Killed Qistij the pandemonium lord
562902 | Zig:8    | Noticed Donwaic the pandemonium lord
562902 | Zig:8    | Noticed Ran Koug the pandemonium lord
562903 | Zig:8    | Noticed Ywni the pandemonium lord
562903 | Zig:8    | Killed Ihokiw the pandemonium lord
562904 | Zig:8    | Killed Peitt the pandemonium lord
562904 | Zig:8    | Killed Ywni the pandemonium lord
562904 | Zig:8    | Killed Amnof the pandemonium lord
562905 | Zig:8    | Noticed Gedyt the pandemonium lord
562905 | Zig:8    | Killed Ugeganadd the pandemonium lord
562905 | Zig:8    | Killed Fipo the pandemonium lord
562905 | Zig:8    | Killed Xiumudd the pandemonium lord
562907 | Zig:8    | Noticed Qudwikap the pandemonium lord
562907 | Zig:8    | Noticed Jyrr the pandemonium lord
562907 | Zig:8    | Killed Donwaic the pandemonium lord
562909 | Zig:8    | Killed Saqic the pandemonium lord
562910 | Zig:8    | Killed Fazxio the pandemonium lord
562913 | Zig:8    | Noticed Ham Vul the pandemonium lord
562913 | Zig:8    | Killed Ran Koug the pandemonium lord
562913 | Zig:8    | Killed Qudwikap the pandemonium lord
562915 | Zig:8    | Killed Jyrr the pandemonium lord
562917 | Zig:8    | Killed Ham Vul the pandemonium lord
562920 | Zig:8    | Killed Gedyt the pandemonium lord
562925 | Zig:8    | Killed Sufit the pandemonium lord
562989 | Zig:8    | Got a translucent copper amulet
562990 | Zig:8    | Identified the amulet "Vurrish" {Spirit rElec rC+ Dex+2 SInv} (You found it on level 8 of a ziggurat)
563225 | Zig:9    | Entered Level 9 of a ziggurat
563225 | Zig:9    | Noticed an ancient lich
563225 | Zig:9    | Noticed an ancient lich
563225 | Zig:9    | Noticed an ancient lich
563225 | Zig:9    | Noticed an ancient lich
563225 | Zig:9    | Noticed an ancient lich
563225 | Zig:9    | Noticed an ancient lich
563225 | Zig:9    | Noticed an ancient lich
563225 | Zig:9    | Noticed an ancient lich
563225 | Zig:9    | Noticed an ancient lich
563225 | Zig:9    | Noticed an ancient lich
563225 | Zig:9    | Noticed an ancient lich
563225 | Zig:9    | Noticed an ancient lich
563227 | Zig:9    | Killed an ancient lich
563227 | Zig:9    | Killed an ancient lich
563227 | Zig:9    | Killed an ancient lich
563227 | Zig:9    | Killed an ancient lich
563227 | Zig:9    | Killed an ancient lich
563228 | Zig:9    | Noticed an ancient lich
563228 | Zig:9    | Noticed an ancient lich
563228 | Zig:9    | Killed an ancient lich
563228 | Zig:9    | Killed an ancient lich
563228 | Zig:9    | Killed an ancient lich
563228 | Zig:9    | Killed an ancient lich
563228 | Zig:9    | Killed an ancient lich
563228 | Zig:9    | Killed an ancient lich
563228 | Zig:9    | Killed an ancient lich
563228 | Zig:9    | Killed an ancient lich
563229 | Zig:9    | Noticed an ancient lich
563229 | Zig:9    | Noticed an ancient lich
563229 | Zig:9    | Noticed an ancient lich
563229 | Zig:9    | Noticed an ancient lich
563229 | Zig:9    | Noticed an ancient lich
563229 | Zig:9    | Noticed an ancient lich
563229 | Zig:9    | Noticed an ancient lich
563230 | Zig:9    | Noticed an ancient lich
563230 | Zig:9    | Noticed an ancient lich
563232 | Zig:9    | Noticed an ancient lich
563233 | Zig:9    | Killed an ancient lich
563234 | Zig:9    | Noticed an ancient lich
563234 | Zig:9    | Killed an ancient lich
563234 | Zig:9    | Killed an ancient lich
563234 | Zig:9    | Killed an ancient lich
563234 | Zig:9    | Killed an ancient lich
563234 | Zig:9    | Killed an ancient lich
563234 | Zig:9    | Killed an ancient lich
563234 | Zig:9    | Killed an ancient lich
563235 | Zig:9    | Noticed an ancient lich
563235 | Zig:9    | Noticed an ancient lich
563235 | Zig:9    | Noticed an ancient lich
563235 | Zig:9    | Noticed an ancient lich
563235 | Zig:9    | Noticed an ancient lich
563235 | Zig:9    | Noticed an ancient lich
563235 | Zig:9    | Killed an ancient lich
563235 | Zig:9    | Killed an ancient lich
563235 | Zig:9    | Killed an ancient lich
563235 | Zig:9    | Killed an ancient lich
563236 | Zig:9    | Noticed an ancient lich
563236 | Zig:9    | Noticed an ancient lich
563236 | Zig:9    | Noticed an ancient lich
563236 | Zig:9    | Noticed an ancient lich
563236 | Zig:9    | Noticed an ancient lich
563236 | Zig:9    | Noticed an ancient lich
563236 | Zig:9    | Killed an ancient lich
563237 | Zig:9    | Noticed an ancient lich
563237 | Zig:9    | Noticed an ancient lich
563237 | Zig:9    | Noticed an ancient lich
563237 | Zig:9    | Noticed an ancient lich
563237 | Zig:9    | Noticed an ancient lich
563237 | Zig:9    | Noticed an ancient lich
563237 | Zig:9    | Noticed an ancient lich
563238 | Zig:9    | Noticed an ancient lich
563238 | Zig:9    | Noticed an ancient lich
563238 | Zig:9    | Noticed an ancient lich
563238 | Zig:9    | Noticed an ancient lich
563238 | Zig:9    | Noticed an ancient lich
563238 | Zig:9    | Noticed an ancient lich
563238 | Zig:9    | Noticed an ancient lich
563238 | Zig:9    | Noticed an ancient lich
563239 | Zig:9    | Noticed an ancient lich
563239 | Zig:9    | Noticed an ancient lich
563239 | Zig:9    | Killed an ancient lich
563239 | Zig:9    | Killed an ancient lich
563239 | Zig:9    | Killed an ancient lich
563239 | Zig:9    | Killed an ancient lich
563239 | Zig:9    | Killed an ancient lich
563239 | Zig:9    | Killed an ancient lich
563239 | Zig:9    | Killed an ancient lich
563239 | Zig:9    | Killed an ancient lich
563239 | Zig:9    | Killed an ancient lich
563239 | Zig:9    | Killed an ancient lich
563239 | Zig:9    | Killed an ancient lich
563239 | Zig:9    | Killed an ancient lich
563239 | Zig:9    | Killed an ancient lich
563239 | Zig:9    | Killed an ancient lich
563239 | Zig:9    | Killed an ancient lich
563240 | Zig:9    | Noticed an ancient lich
563240 | Zig:9    | Noticed an ancient lich
563240 | Zig:9    | Noticed an ancient lich
563240 | Zig:9    | Noticed an ancient lich
563240 | Zig:9    | Noticed an ancient lich
563240 | Zig:9    | Noticed an ancient lich
563241 | Zig:9    | Killed an ancient lich
563241 | Zig:9    | Killed an ancient lich
563241 | Zig:9    | Killed an ancient lich
563241 | Zig:9    | Killed an ancient lich
563241 | Zig:9    | Killed an ancient lich
563241 | Zig:9    | Killed an ancient lich
563241 | Zig:9    | Killed an ancient lich
563241 | Zig:9    | Killed an ancient lich
563241 | Zig:9    | Killed an ancient lich
563241 | Zig:9    | Killed an ancient lich
563241 | Zig:9    | Killed an ancient lich
563241 | Zig:9    | Killed an ancient lich
563241 | Zig:9    | Killed an ancient lich
563242 | Zig:9    | Noticed an ancient lich
563242 | Zig:9    | Noticed an ancient lich
563242 | Zig:9    | Noticed an ancient lich
563243 | Zig:9    | Noticed an ancient lich
563243 | Zig:9    | Noticed an ancient lich
563243 | Zig:9    | Noticed an ancient lich
563243 | Zig:9    | Noticed an ancient lich
563243 | Zig:9    | Noticed an ancient lich
563244 | Zig:9    | Killed an ancient lich
563244 | Zig:9    | Killed an ancient lich
563244 | Zig:9    | Killed an ancient lich
563244 | Zig:9    | Killed an ancient lich
563244 | Zig:9    | Killed an ancient lich
563244 | Zig:9    | Killed an ancient lich
563244 | Zig:9    | Killed an ancient lich
563244 | Zig:9    | Killed an ancient lich
563244 | Zig:9    | Killed an ancient lich
563244 | Zig:9    | Killed an ancient lich
563245 | Zig:9    | Noticed an ancient lich
563246 | Zig:9    | Killed an ancient lich
563247 | Zig:9    | Killed an ancient lich
563247 | Zig:9    | Killed an ancient lich
563248 | Zig:9    | Killed an ancient lich
563249 | Zig:9    | Killed an ancient lich
563370 | Zig:9    | Identified the +9 shadow dragon scales of Wonder {*Drain Str-5 Int+8 Dex+6 Stlth++++} (You found it on level 9 of a ziggurat)
563375 | Zig:9    | Identified the +0 swamp dragon scales of the Dragon {rElec rPois MR+ Regen+} (You found it on level 9 of a ziggurat)
563385 | Zig:10   | Entered Level 10 of a ziggurat
563385 | Zig:10   | Noticed an ancient lich
563385 | Zig:10   | Noticed an ancient lich
563385 | Zig:10   | Noticed an ancient lich
563385 | Zig:10   | Noticed an ancient lich
563385 | Zig:10   | Noticed an ancient lich
563385 | Zig:10   | Noticed an ancient lich
563385 | Zig:10   | Noticed an ancient lich
563385 | Zig:10   | Noticed an ancient lich
563385 | Zig:10   | Noticed an ancient lich
563385 | Zig:10   | Noticed an ancient lich
563385 | Zig:10   | Noticed an ancient lich
563385 | Zig:10   | Noticed an ancient lich
563385 | Zig:10   | Noticed an ancient lich
563385 | Zig:10   | Noticed an ancient lich
563385 | Zig:10   | Noticed an ancient lich
563385 | Zig:10   | Noticed an ancient lich
563385 | Zig:10   | Noticed an ancient lich
563386 | Zig:10   | Killed an ancient lich
563386 | Zig:10   | Killed an ancient lich
563386 | Zig:10   | Killed an ancient lich
563386 | Zig:10   | Killed an ancient lich
563386 | Zig:10   | Killed an ancient lich
563386 | Zig:10   | Killed an ancient lich
563386 | Zig:10   | Killed an ancient lich
563386 | Zig:10   | Killed an ancient lich
563386 | Zig:10   | Noticed an ancient lich
563387 | Zig:10   | Noticed an ancient lich
563387 | Zig:10   | Killed an ancient lich
563387 | Zig:10   | Killed an ancient lich
563387 | Zig:10   | Killed an ancient lich
563387 | Zig:10   | Killed an ancient lich
563387 | Zig:10   | Killed an ancient lich
563387 | Zig:10   | Killed an ancient lich
563387 | Zig:10   | Killed an ancient lich
563387 | Zig:10   | Killed an ancient lich
563387 | Zig:10   | Killed an ancient lich
563389 | Zig:10   | Killed an ancient lich
563391 | Zig:10   | Killed an ancient lich
563392 | Zig:10   | Noticed an ancient lich
563393 | Zig:10   | Noticed an ancient lich
563394 | Zig:10   | Noticed an ancient lich
563394 | Zig:10   | Noticed an ancient lich
563394 | Zig:10   | Noticed an ancient lich
563394 | Zig:10   | Noticed an ancient lich
563394 | Zig:10   | Noticed an ancient lich
563395 | Zig:10   | Noticed an ancient lich
563395 | Zig:10   | Noticed an ancient lich
563395 | Zig:10   | Noticed an ancient lich
563395 | Zig:10   | Noticed an ancient lich
563395 | Zig:10   | Noticed an ancient lich
563395 | Zig:10   | Noticed an ancient lich
563395 | Zig:10   | Noticed an ancient lich
563395 | Zig:10   | Noticed an ancient lich
563397 | Zig:10   | Killed an ancient lich
563397 | Zig:10   | Killed an ancient lich
563397 | Zig:10   | Killed an ancient lich
563397 | Zig:10   | Killed an ancient lich
563397 | Zig:10   | Killed an ancient lich
563398 | Zig:10   | Killed an ancient lich
563398 | Zig:10   | Killed an ancient lich
563398 | Zig:10   | Killed an ancient lich
563399 | Zig:10   | Killed an ancient lich
563400 | Zig:10   | Killed an ancient lich
563401 | Zig:10   | Killed an ancient lich
563402 | Zig:10   | Noticed an ancient lich
563402 | Zig:10   | Noticed an ancient lich
563403 | Zig:10   | Noticed an ancient lich
563403 | Zig:10   | Noticed an ancient lich
563403 | Zig:10   | Noticed an ancient lich
563403 | Zig:10   | Noticed an ancient lich
563403 | Zig:10   | Killed an ancient lich
563403 | Zig:10   | Killed an ancient lich
563404 | Zig:10   | Noticed an ancient lich
563404 | Zig:10   | Noticed an ancient lich
563404 | Zig:10   | Noticed an ancient lich
563404 | Zig:10   | Noticed an ancient lich
563404 | Zig:10   | Noticed an ancient lich
563404 | Zig:10   | Noticed an ancient lich
563404 | Zig:10   | Noticed an ancient lich
563404 | Zig:10   | Noticed an ancient lich
563405 | Zig:10   | Noticed an ancient lich
563405 | Zig:10   | Noticed an ancient lich
563405 | Zig:10   | Noticed an ancient lich
563405 | Zig:10   | Noticed an ancient lich
563406 | Zig:10   | Killed an ancient lich
563406 | Zig:10   | Killed an ancient lich
563406 | Zig:10   | Killed an ancient lich
563406 | Zig:10   | Killed an ancient lich
563406 | Zig:10   | Killed an ancient lich
563406 | Zig:10   | Killed an ancient lich
563406 | Zig:10   | Killed an ancient lich
563406 | Zig:10   | Killed an ancient lich
563406 | Zig:10   | Killed an ancient lich
563406 | Zig:10   | Killed an ancient lich
563406 | Zig:10   | Killed an ancient lich
563408 | Zig:10   | Killed an ancient lich
563408 | Zig:10   | Killed an ancient lich
563408 | Zig:10   | Killed an ancient lich
563408 | Zig:10   | Killed an ancient lich
563408 | Zig:10   | Killed an ancient lich
563408 | Zig:10   | Killed an ancient lich
563408 | Zig:10   | Killed an ancient lich
563411 | Zig:10   | Killed an ancient lich
563413 | Zig:10   | Killed an ancient lich
563418 | Zig:10   | Got a slimy ruby amulet
563419 | Zig:10   | Identified the amulet of the Final Chapter {RegenMP Int+4} (You found it on level 10 of a ziggurat)
563452 | Zig:10   | Got a vibrating ivory ring
563454 | Zig:10   | Identified the ring "Jorghoili" {Ice Int+7} (You found it on level 10 of a ziggurat)
563515 | Zig:11   | Entered Level 11 of a ziggurat
563623 | Zig:11   | Identified the Incunabulum of Calling and the Voyage
563634 | Zig:11   | Got a coiled golden amulet
563635 | Zig:11   | Identified the amulet of Bunutiun {Spirit *Slow rF+ rN++} (You found it on level 11 of a ziggurat)
563713 | Zig:12   | Entered Level 12 of a ziggurat
563713 | Zig:12   | Noticed a juggernaut
563713 | Zig:12   | Noticed a juggernaut
563713 | Zig:12   | Noticed a juggernaut
563713 | Zig:12   | Noticed a juggernaut
563713 | Zig:12   | Noticed a juggernaut
563713 | Zig:12   | Noticed a juggernaut
563716 | Zig:12   | Noticed a juggernaut
563716 | Zig:12   | Noticed a juggernaut
563719 | Zig:12   | Killed a juggernaut
563719 | Zig:12   | Killed a juggernaut
563719 | Zig:12   | Killed a juggernaut
563719 | Zig:12   | Killed a juggernaut
563719 | Zig:12   | Killed a juggernaut
563720 | Zig:12   | Noticed a juggernaut
563720 | Zig:12   | Noticed a juggernaut
563720 | Zig:12   | Noticed a juggernaut
563720 | Zig:12   | Noticed a juggernaut
563721 | Zig:12   | Noticed a juggernaut
563721 | Zig:12   | Noticed a juggernaut
563721 | Zig:12   | Noticed a juggernaut
563722 | Zig:12   | Noticed a juggernaut
563722 | Zig:12   | Noticed a juggernaut
563722 | Zig:12   | Noticed a juggernaut
563723 | Zig:12   | Noticed a juggernaut
563723 | Zig:12   | Killed a juggernaut
563723 | Zig:12   | Killed a juggernaut
563723 | Zig:12   | Killed a juggernaut
563723 | Zig:12   | Killed a juggernaut
563723 | Zig:12   | Killed a juggernaut
563723 | Zig:12   | Killed a juggernaut
563723 | Zig:12   | Killed a juggernaut
563723 | Zig:12   | Killed a juggernaut
563723 | Zig:12   | Killed a juggernaut
563723 | Zig:12   | Killed a juggernaut
563723 | Zig:12   | Killed a juggernaut
563724 | Zig:12   | Noticed a juggernaut
563724 | Zig:12   | Noticed a juggernaut
563724 | Zig:12   | Noticed a juggernaut
563725 | Zig:12   | Noticed a juggernaut
563725 | Zig:12   | Noticed a juggernaut
563725 | Zig:12   | Noticed a juggernaut
563726 | Zig:12   | Noticed a juggernaut
563726 | Zig:12   | Noticed a juggernaut
563726 | Zig:12   | Noticed a juggernaut
563726 | Zig:12   | Noticed a juggernaut
563731 | Zig:12   | Noticed a juggernaut
563732 | Zig:12   | Noticed a juggernaut
563734 | Zig:12   | Killed a juggernaut
563734 | Zig:12   | Killed a juggernaut
563734 | Zig:12   | Killed a juggernaut
563734 | Zig:12   | Killed a juggernaut
563734 | Zig:12   | Killed a juggernaut
563734 | Zig:12   | Killed a juggernaut
563734 | Zig:12   | Killed a juggernaut
563734 | Zig:12   | Killed a juggernaut
563734 | Zig:12   | Killed a juggernaut
563734 | Zig:12   | Killed a juggernaut
563734 | Zig:12   | Killed a juggernaut
563734 | Zig:12   | Killed a juggernaut
563734 | Zig:12   | Killed a juggernaut
563734 | Zig:12   | Killed a juggernaut
563734 | Zig:12   | Killed a juggernaut
563735 | Zig:12   | Noticed a juggernaut
563735 | Zig:12   | Noticed a juggernaut
563735 | Zig:12   | Noticed a juggernaut
563736 | Zig:12   | Noticed a juggernaut
563745 | Zig:12   | Killed a juggernaut
563745 | Zig:12   | Killed a juggernaut
563745 | Zig:12   | Killed a juggernaut
563745 | Zig:12   | Killed a juggernaut
563768 | Zig:12   | Identified the +4 broad axe "Cyzatow" {vamp, *Noise rElec Stlth+} (You found it on level 12 of a ziggurat)
563857 | Zig:12   | Got a twitching ivory ring
563859 | Zig:12   | Identified the ring of Trog's Condemnation {rPois rN+} (You found it on level 12 of a ziggurat)
563863 | Zig:12   | Got a crude ivory ring
563864 | Zig:12   | Identified the ring of Onisenoi {rN+ MR++ Int+4 Dex-5 Stlth+} (You found it on level 12 of a ziggurat)
563922 | Zig:12   | Got a warped silver amulet
563923 | Zig:12   | Identified the amulet of Xom's Whimsicality {Spirit rPois} (You found it on level 12 of a ziggurat)
563962 | Zig:13   | Entered Level 13 of a ziggurat
564127 | Zig:13   | Got a sparkling glass ring
564131 | Zig:13   | Identified the ring of Bonaj {MR+ Str+4 Int+4} (You found it on level 13 of a ziggurat)
564343 | Zig:14   | Entered Level 14 of a ziggurat
564574 | Zig:14   | Identified the Catalogue of the Nocuous Traveller
564587 | Zig:15   | Entered Level 15 of a ziggurat
564628 | Zig:15   | Identified the +0 helmet of the Comet {rN+ rCorr Str+3 Int-3} (You found it on level 15 of a ziggurat)
564650 | Zig:15   | Got a smoking granite ring
564652 | Zig:15   | Identified the ring of Obsession {rPois rF+ rC- Str+9 SInv} (You found it on level 15 of a ziggurat)
564665 | Zig:15   | Identified the Papyrus of Fiery Bewitchment
564669 | Zig:15   | Got a heavily runed lead amulet
564670 | Zig:15   | Identified the amulet of Xom's Fair Game {Reflect rPois rC+ Int-5 SH+3} (You found it on level 15 of a ziggurat)
564690 | Zig:15   | Got a smoking steel ring
564691 | Zig:15   | Identified the ring of Pibrah {rN+ Str+6 Slay-4 Stlth+} (You found it on level 15 of a ziggurat)
564901 | Zig:16   | Entered Level 16 of a ziggurat
565545 | Zig:16   | Got a smoking lapis lazuli ring
565547 | Zig:16   | Identified the ring of Untruth {Wiz rPois Int+4} (You found it on level 16 of a ziggurat)
565673 | Zig:17   | Entered Level 17 of a ziggurat
565833 | Zig:17   | Got a warped amber ring
565835 | Zig:17   | Identified the ring of Aquen {rN+ Dex-4 Slay-2 SInv Stlth+} (You found it on level 17 of a ziggurat)
565843 | Zig:17   | Got a flickering bronze ring
565844 | Zig:17   | Identified the ring "Faqymecs" {rPois rN+} (You found it on level 17 of a ziggurat)
565848 | Zig:17   | Got a warped silver ring
565849 | Zig:17   | Identified the ring "Jockos" {+Fly Str+4 Int+2 Dex+2 Stlth-} (You found it on level 17 of a ziggurat)
565872 | Zig:17   | Got a faintly glowing lead ring
565873 | Zig:17   | Identified the ring of the Forsaken Deaths {*Contam Int+8 SInv Stlth+} (You found it on level 17 of a ziggurat)
565885 | Zig:17   | Got a scintillating bronze amulet
565886 | Zig:17   | Identified the amulet of Satacug {Spirit rPois rC- Str+3 Slay+3} (You found it on level 17 of a ziggurat)
565892 | Zig:17   | Identified the +0 cloak of Ocasti {+Blink rN+ Str+6} (You found it on level 17 of a ziggurat)
566162 | Zig:18   | Entered Level 18 of a ziggurat
566162 | Zig:18   | Noticed an ancient lich
566162 | Zig:18   | Noticed an ancient lich
566162 | Zig:18   | Noticed an ancient lich
566162 | Zig:18   | Noticed an ancient lich
566162 | Zig:18   | Noticed an ancient lich
566162 | Zig:18   | Noticed an ancient lich
566162 | Zig:18   | Noticed an ancient lich
566162 | Zig:18   | Noticed an ancient lich
566162 | Zig:18   | Noticed an ancient lich
566162 | Zig:18   | Noticed an ancient lich
566162 | Zig:18   | Noticed an ancient lich
566162 | Zig:18   | Noticed an ancient lich
566162 | Zig:18   | Noticed an ancient lich
566162 | Zig:18   | Noticed an ancient lich
566162 | Zig:18   | Noticed an ancient lich
566162 | Zig:18   | Noticed an ancient lich
566162 | Zig:18   | Noticed an ancient lich
566162 | Zig:18   | Noticed an ancient lich
566162 | Zig:18   | Noticed an ancient lich
566162 | Zig:18   | Noticed an ancient lich
566162 | Zig:18   | Noticed an ancient lich
566162 | Zig:18   | Noticed an ancient lich
566162 | Zig:18   | Noticed an ancient lich
566165 | Zig:18   | Noticed an ancient lich
566167 | Zig:18   | Noticed an ancient lich
566167 | Zig:18   | Noticed an ancient lich
566168 | Zig:18   | Noticed an ancient lich
566168 | Zig:18   | Noticed an ancient lich
566172 | Zig:18   | Killed an ancient lich
566174 | Zig:18   | Killed an ancient lich
566174 | Zig:18   | Killed an ancient lich
566174 | Zig:18   | Killed an ancient lich
566174 | Zig:18   | Killed an ancient lich
566174 | Zig:18   | Killed an ancient lich
566174 | Zig:18   | Killed an ancient lich
566174 | Zig:18   | Killed an ancient lich
566174 | Zig:18   | Killed an ancient lich
566174 | Zig:18   | Killed an ancient lich
566174 | Zig:18   | Killed an ancient lich
566174 | Zig:18   | Killed an ancient lich
566174 | Zig:18   | Killed an ancient lich
566174 | Zig:18   | Killed an ancient lich
566174 | Zig:18   | Killed an ancient lich
566174 | Zig:18   | Killed an ancient lich
566174 | Zig:18   | Killed an ancient lich
566174 | Zig:18   | Killed an ancient lich
566175 | Zig:18   | Noticed an ancient lich
566175 | Zig:18   | Noticed an ancient lich
566175 | Zig:18   | Noticed an ancient lich
566175 | Zig:18   | Killed an ancient lich
566176 | Zig:18   | Noticed an ancient lich
566178 | Zig:18   | Killed an ancient lich
566179 | Zig:18   | Killed an ancient lich
566179 | Zig:18   | Killed an ancient lich
566179 | Zig:18   | Killed an ancient lich
566179 | Zig:18   | Killed an ancient lich
566179 | Zig:18   | Killed an ancient lich
566179 | Zig:18   | Killed an ancient lich
566179 | Zig:18   | Killed an ancient lich
566179 | Zig:18   | Killed an ancient lich
566179 | Zig:18   | Killed an ancient lich
566179 | Zig:18   | Killed an ancient lich
566180 | Zig:18   | Noticed an ancient lich
566182 | Zig:18   | Noticed an ancient lich
566182 | Zig:18   | Noticed an ancient lich
566183 | Zig:18   | Noticed an ancient lich
566183 | Zig:18   | Noticed an ancient lich
566183 | Zig:18   | Noticed an ancient lich
566183 | Zig:18   | Killed an ancient lich
566183 | Zig:18   | Killed an ancient lich
566184 | Zig:18   | Noticed an ancient lich
566184 | Zig:18   | Noticed an ancient lich
566184 | Zig:18   | Noticed an ancient lich
566184 | Zig:18   | Noticed an ancient lich
566184 | Zig:18   | Noticed an ancient lich
566185 | Zig:18   | Noticed an ancient lich
566185 | Zig:18   | Noticed an ancient lich
566185 | Zig:18   | Noticed an ancient lich
566185 | Zig:18   | Noticed an ancient lich
566185 | Zig:18   | Noticed an ancient lich
566185 | Zig:18   | Noticed an ancient lich
566185 | Zig:18   | Noticed an ancient lich
566185 | Zig:18   | Killed an ancient lich
566185 | Zig:18   | Killed an ancient lich
566186 | Zig:18   | Noticed an ancient lich
566186 | Zig:18   | Noticed an ancient lich
566186 | Zig:18   | Noticed an ancient lich
566186 | Zig:18   | Noticed an ancient lich
566186 | Zig:18   | Killed an ancient lich
566186 | Zig:18   | Killed an ancient lich
566186 | Zig:18   | Killed an ancient lich
566186 | Zig:18   | Killed an ancient lich
566186 | Zig:18   | Killed an ancient lich
566186 | Zig:18   | Killed an ancient lich
566187 | Zig:18   | Noticed an ancient lich
566187 | Zig:18   | Noticed an ancient lich
566187 | Zig:18   | Noticed an ancient lich
566187 | Zig:18   | Noticed an ancient lich
566187 | Zig:18   | Noticed an ancient lich
566188 | Zig:18   | Noticed an ancient lich
566188 | Zig:18   | Noticed an ancient lich
566188 | Zig:18   | Noticed an ancient lich
566188 | Zig:18   | Noticed an ancient lich
566188 | Zig:18   | Noticed an ancient lich
566188 | Zig:18   | Noticed an ancient lich
566188 | Zig:18   | Noticed an ancient lich
566188 | Zig:18   | Noticed an ancient lich
566188 | Zig:18   | Noticed an ancient lich
566189 | Zig:18   | Noticed an ancient lich
566189 | Zig:18   | Noticed an ancient lich
566189 | Zig:18   | Noticed an ancient lich
566189 | Zig:18   | Killed an ancient lich
566189 | Zig:18   | Killed an ancient lich
566189 | Zig:18   | Killed an ancient lich
566189 | Zig:18   | Killed an ancient lich
566189 | Zig:18   | Killed an ancient lich
566189 | Zig:18   | Killed an ancient lich
566189 | Zig:18   | Killed an ancient lich
566189 | Zig:18   | Killed an ancient lich
566189 | Zig:18   | Killed an ancient lich
566189 | Zig:18   | Killed an ancient lich
566189 | Zig:18   | Killed an ancient lich
566189 | Zig:18   | Killed an ancient lich
566189 | Zig:18   | Killed an ancient lich
566189 | Zig:18   | Killed an ancient lich
566189 | Zig:18   | Killed an ancient lich
566189 | Zig:18   | Killed an ancient lich
566189 | Zig:18   | Killed an ancient lich
566190 | Zig:18   | Noticed an ancient lich
566190 | Zig:18   | Noticed an ancient lich
566190 | Zig:18   | Noticed an ancient lich
566190 | Zig:18   | Noticed an ancient lich
566190 | Zig:18   | Noticed an ancient lich
566190 | Zig:18   | Killed an ancient lich
566190 | Zig:18   | Killed an ancient lich
566190 | Zig:18   | Killed an ancient lich
566190 | Zig:18   | Killed an ancient lich
566190 | Zig:18   | Killed an ancient lich
566190 | Zig:18   | Killed an ancient lich
566190 | Zig:18   | Killed an ancient lich
566190 | Zig:18   | Killed an ancient lich
566190 | Zig:18   | Killed an ancient lich
566190 | Zig:18   | Killed an ancient lich
566190 | Zig:18   | Killed an ancient lich
566190 | Zig:18   | Killed an ancient lich
566190 | Zig:18   | Killed an ancient lich
566190 | Zig:18   | Killed an ancient lich
566190 | Zig:18   | Killed an ancient lich
566190 | Zig:18   | Killed an ancient lich
566190 | Zig:18   | Killed an ancient lich
566191 | Zig:18   | Noticed an ancient lich
566191 | Zig:18   | Noticed an ancient lich
566191 | Zig:18   | Noticed an ancient lich
566191 | Zig:18   | Noticed an ancient lich
566192 | Zig:18   | Noticed an ancient lich
566192 | Zig:18   | Noticed an ancient lich
566193 | Zig:18   | Noticed an ancient lich
566193 | Zig:18   | Noticed an ancient lich
566193 | Zig:18   | Noticed an ancient lich
566193 | Zig:18   | Noticed an ancient lich
566193 | Zig:18   | Noticed an ancient lich
566193 | Zig:18   | Noticed an ancient lich
566193 | Zig:18   | Noticed an ancient lich
566193 | Zig:18   | Noticed an ancient lich
566194 | Zig:18   | Noticed an ancient lich
566194 | Zig:18   | Noticed an ancient lich
566194 | Zig:18   | Noticed an ancient lich
566194 | Zig:18   | Killed an ancient lich
566194 | Zig:18   | Killed an ancient lich
566194 | Zig:18   | Noticed an ancient lich
566195 | Zig:18   | Noticed an ancient lich
566195 | Zig:18   | Noticed an ancient lich
566195 | Zig:18   | Noticed an ancient lich
566195 | Zig:18   | Noticed an ancient lich
566195 | Zig:18   | Killed an ancient lich
566195 | Zig:18   | Killed an ancient lich
566196 | Zig:18   | Noticed an ancient lich
566196 | Zig:18   | Noticed an ancient lich
566196 | Zig:18   | Noticed an ancient lich
566196 | Zig:18   | Noticed an ancient lich
566196 | Zig:18   | Noticed an ancient lich
566196 | Zig:18   | Killed an ancient lich
566196 | Zig:18   | Killed an ancient lich
566196 | Zig:18   | Killed an ancient lich
566196 | Zig:18   | Killed an ancient lich
566196 | Zig:18   | Killed an ancient lich
566196 | Zig:18   | Killed an ancient lich
566196 | Zig:18   | Killed an ancient lich
566197 | Zig:18   | Noticed an ancient lich
566198 | Zig:18   | Noticed an ancient lich
566198 | Zig:18   | Noticed an ancient lich
566200 | Zig:18   | Killed an ancient lich
566200 | Zig:18   | Killed an ancient lich
566200 | Zig:18   | Killed an ancient lich
566200 | Zig:18   | Killed an ancient lich
566200 | Zig:18   | Killed an ancient lich
566200 | Zig:18   | Killed an ancient lich
566200 | Zig:18   | Killed an ancient lich
566200 | Zig:18   | Killed an ancient lich
566200 | Zig:18   | Killed an ancient lich
566200 | Zig:18   | Killed an ancient lich
566200 | Zig:18   | Killed an ancient lich
566200 | Zig:18   | Killed an ancient lich
566200 | Zig:18   | Killed an ancient lich
566200 | Zig:18   | Killed an ancient lich
566200 | Zig:18   | Killed an ancient lich
566200 | Zig:18   | Killed an ancient lich
566200 | Zig:18   | Killed an ancient lich
566202 | Zig:18   | Killed an ancient lich
566202 | Zig:18   | Killed an ancient lich
566202 | Zig:18   | Killed an ancient lich
566203 | Zig:18   | Noticed an ancient lich
566205 | Zig:18   | Killed an ancient lich
566206 | Zig:18   | Noticed an ancient lich
566206 | Zig:18   | Noticed an ancient lich
566206 | Zig:18   | Noticed an ancient lich
566207 | Zig:18   | Noticed an ancient lich
566208 | Zig:18   | Killed an ancient lich
566208 | Zig:18   | Killed an ancient lich
566211 | Zig:18   | Killed an ancient lich
566211 | Zig:18   | Killed an ancient lich
566211 | Zig:18   | Killed an ancient lich
566275 | Zig:18   | Got a clouded golden ring
566277 | Zig:18   | Identified the ring of Light {rN+ Str+2} (You found it on level 18 of a ziggurat)
566284 | Zig:18   | Identified the Volume of the Unstable Compass
566407 | Zig:18   | Identified the Tome of Dark Talismans
566416 | Zig:19   | Entered Level 19 of a ziggurat
566416 | Zig:19   | Noticed Geqawnim the pandemonium lord
566416 | Zig:19   | Noticed Gadgh the pandemonium lord
566416 | Zig:19   | Noticed Asariz the pandemonium lord
566416 | Zig:19   | Noticed Qanim the pandemonium lord
566416 | Zig:19   | Noticed Futite the pandemonium lord
566416 | Zig:19   | Noticed Fuiraseu the pandemonium lord
566416 | Zig:19   | Noticed Ruiffawk the pandemonium lord
566416 | Zig:19   | Noticed Berinan the pandemonium lord
566416 | Zig:19   | Noticed Nanel the pandemonium lord
566416 | Zig:19   | Noticed Woasadiq the pandemonium lord
566416 | Zig:19   | Noticed Caesog the pandemonium lord
566416 | Zig:19   | Noticed Ihees the pandemonium lord
566416 | Zig:19   | Noticed Liul the pandemonium lord
566416 | Zig:19   | Noticed Rivabb the pandemonium lord
566416 | Zig:19   | Noticed Wieth the pandemonium lord
566416 | Zig:19   | Noticed Hysoleps the pandemonium lord
566416 | Zig:19   | Noticed Gymaariys the pandemonium lord
566416 | Zig:19   | Noticed Hiowuchu the pandemonium lord
566416 | Zig:19   | Noticed Ynlige the pandemonium lord
566416 | Zig:19   | Noticed Agah the pandemonium lord
566416 | Zig:19   | Noticed Efoilol the pandemonium lord
566416 | Zig:19   | Noticed Wownef the pandemonium lord
566416 | Zig:19   | Noticed Arergh the pandemonium lord
566416 | Zig:19   | Noticed Jucusyudgh the pandemonium lord
566416 | Zig:19   | Noticed Iqat Suu the pandemonium lord
566416 | Zig:19   | Noticed Jestriug the pandemonium lord
566416 | Zig:19   | Noticed Athyigg the pandemonium lord
566416 | Zig:19   | Noticed Qyentis the pandemonium lord
566416 | Zig:19   | Noticed Qoudwue the pandemonium lord
566416 | Zig:19   | Noticed Giec the pandemonium lord
566416 | Zig:19   | Noticed Foceank the pandemonium lord
566416 | Zig:19   | Noticed Cemudokh the pandemonium lord
566416 | Zig:19   | Noticed Oreifring the pandemonium lord
566416 | Zig:19   | Noticed Goucsi the pandemonium lord
566416 | Zig:19   | Noticed Akhur the pandemonium lord
566416 | Zig:19   | Noticed Ucami the pandemonium lord
566416 | Zig:19   | Noticed Neatoti the pandemonium lord
566416 | Zig:19   | Noticed Singuete the pandemonium lord
566416 | Zig:19   | Noticed Syop the pandemonium lord
566416 | Zig:19   | Noticed Modon the pandemonium lord
566416 | Zig:19   | Noticed Moecvad the pandemonium lord
566416 | Zig:19   | Noticed Zeunet the pandemonium lord
566416 | Zig:19   | Noticed Refycesk the pandemonium lord
566416 | Zig:19   | Noticed Moxom the pandemonium lord
566416 | Zig:19   | Noticed Yzoec the pandemonium lord
566416 | Zig:19   | Noticed Vodaq the pandemonium lord
566416 | Zig:19   | Noticed Kouddank the pandemonium lord
566416 | Zig:19   | Noticed Innump the pandemonium lord
566416 | Zig:19   | Noticed Xamiusk the pandemonium lord
566418 | Zig:19   | Noticed Tiutz the pandemonium lord
566418 | Zig:19   | Noticed Yzxicu the pandemonium lord
566418 | Zig:19   | Noticed Siat the pandemonium lord
566418 | Zig:19   | Noticed Nukhomog the pandemonium lord
566419 | Zig:19   | Noticed Benett the pandemonium lord
566419 | Zig:19   | Noticed Bijud the pandemonium lord
566419 | Zig:19   | Noticed Ywnoaziff the pandemonium lord
566419 | Zig:19   | Killed Gymaariys the pandemonium lord
566419 | Zig:19   | Killed Ynlige the pandemonium lord
566419 | Zig:19   | Killed Caesog the pandemonium lord
566419 | Zig:19   | Killed Athyigg the pandemonium lord
566419 | Zig:19   | Killed Ivu Beil the pandemonium lord
566419 | Zig:19   | Killed Woasadiq the pandemonium lord
566419 | Zig:19   | Killed Wownef the pandemonium lord
566419 | Zig:19   | Killed Hiowuchu the pandemonium lord
566420 | Zig:19   | Noticed Wets the pandemonium lord
566420 | Zig:19   | Noticed Sadeowai the pandemonium lord
566420 | Zig:19   | Killed Vodaq the pandemonium lord
566420 | Zig:19   | Killed Efoilol the pandemonium lord
566420 | Zig:19   | Killed Ihees the pandemonium lord
566421 | Zig:19   | Noticed Utoife the pandemonium lord
566421 | Zig:19   | Noticed Banafomi the pandemonium lord
566421 | Zig:19   | Noticed Lexoem the pandemonium lord
566421 | Zig:19   | Killed Benett the pandemonium lord
566421 | Zig:19   | Killed Singuete the pandemonium lord
566421 | Zig:19   | Killed Goucsi the pandemonium lord
566421 | Zig:19   | Killed Geqawnim the pandemonium lord
566421 | Zig:19   | Killed Moxom the pandemonium lord
566421 | Zig:19   | Killed Gadgh the pandemonium lord
566421 | Zig:19   | Killed Liul the pandemonium lord
566421 | Zig:19   | Killed Qoudwue the pandemonium lord
566422 | Zig:19   | Noticed Eketargh the pandemonium lord
566422 | Zig:19   | Noticed Viadoico the pandemonium lord
566422 | Zig:19   | Noticed Cuupsin the pandemonium lord
566422 | Zig:19   | Killed Giec the pandemonium lord
566422 | Zig:19   | Killed Neatoti the pandemonium lord
566422 | Zig:19   | Killed Jestriug the pandemonium lord
566422 | Zig:19   | Killed Moecvad the pandemonium lord
566422 | Zig:19   | Killed Agah the pandemonium lord
566422 | Zig:19   | Killed Syop the pandemonium lord
566422 | Zig:19   | Killed Bijud the pandemonium lord
566422 | Zig:19   | Killed Modon the pandemonium lord
566422 | Zig:19   | Killed Sadeowai the pandemonium lord
566422 | Zig:19   | Killed Jucusyudgh the pandemonium lord
566422 | Zig:19   | Killed Cemudokh the pandemonium lord
566422 | Zig:19   | Killed Rivabb the pandemonium lord
566422 | Zig:19   | Killed Viadoico the pandemonium lord
566424 | Zig:19   | Noticed Yffawk the pandemonium lord
566425 | Zig:19   | Noticed Ufeesu the pandemonium lord
566425 | Zig:19   | Noticed Noufut the pandemonium lord
566425 | Zig:19   | Noticed Daiphaqo the pandemonium lord
566425 | Zig:19   | Killed Foceank the pandemonium lord
566425 | Zig:19   | Killed Ucami the pandemonium lord
566425 | Zig:19   | Killed Refycesk the pandemonium lord
566425 | Zig:19   | Killed Hysoleps the pandemonium lord
566426 | Zig:19   | Noticed Ymue the pandemonium lord
566426 | Zig:19   | Noticed Vygrubbi the pandemonium lord
566426 | Zig:19   | Killed Yffawk the pandemonium lord
566426 | Zig:19   | Killed Ywnoaziff the pandemonium lord
566426 | Zig:19   | Killed Xamiusk the pandemonium lord
566426 | Zig:19   | Killed Arergh the pandemonium lord
566426 | Zig:19   | Killed Nanel the pandemonium lord
566427 | Zig:19   | Noticed Ehygus the pandemonium lord
566428 | Zig:19   | Killed Kouddank the pandemonium lord
566428 | Zig:19   | Killed Iqat Suu the pandemonium lord
566430 | Zig:19   | Noticed Jorienil the pandemonium lord
566430 | Zig:19   | Noticed Emmoecw the pandemonium lord
566430 | Zig:19   | Noticed Bommoreh the pandemonium lord
566431 | Zig:19   | Noticed Latagrur the pandemonium lord
566432 | Zig:19   | Killed Yzxicu the pandemonium lord
566432 | Zig:19   | Killed Qyentis the pandemonium lord
566432 | Zig:19   | Killed Jorienil the pandemonium lord
566434 | Zig:19   | Noticed Roucod the pandemonium lord
566434 | Zig:19   | Noticed Birrilul the pandemonium lord
566434 | Zig:19   | Killed Ehygus the pandemonium lord
566435 | Zig:19   | Noticed Haitecle the pandemonium lord
566435 | Zig:19   | Noticed Nexu the pandemonium lord
566435 | Zig:19   | Noticed Foemisalut the pandemonium lord
566435 | Zig:19   | Killed Bommoreh the pandemonium lord
566435 | Zig:19   | Killed Tiutz the pandemonium lord
566436 | Zig:19   | Noticed Iti Ocsinn the pandemonium lord
566436 | Zig:19   | Noticed Xoec the pandemonium lord
566436 | Zig:19   | Noticed Uplil Osis the pandemonium lord
566436 | Zig:19   | Noticed Hicogiv the pandemonium lord
566436 | Zig:19   | Killed Ymue the pandemonium lord
566436 | Zig:19   | Killed Eketargh the pandemonium lord
566437 | Zig:19   | Noticed Xacsakif the pandemonium lord
566437 | Zig:19   | Noticed Gaewy the pandemonium lord
566437 | Zig:19   | Noticed Iciunugg the pandemonium lord
566438 | Zig:19   | Noticed Taoredd the pandemonium lord
566438 | Zig:19   | Killed Daiphaqo the pandemonium lord
566438 | Zig:19   | Killed Akhur the pandemonium lord
566438 | Zig:19   | Killed Innump the pandemonium lord
566438 | Zig:19   | Killed Haitecle the pandemonium lord
566439 | Zig:19   | Noticed Feupirch the pandemonium lord
566439 | Zig:19   | Noticed Axtira Zohu the pandemonium lord
566440 | Zig:19   | Noticed Hiqe the pandemonium lord
566440 | Zig:19   | Noticed Bopuav the pandemonium lord
566440 | Zig:19   | Noticed Rod Zaissu the pandemonium lord
566441 | Zig:19   | Noticed Kokk the pandemonium lord
566442 | Zig:19   | Killed Utoife the pandemonium lord
566442 | Zig:19   | Killed Iciunugg the pandemonium lord
566442 | Zig:19   | Killed Cuupsin the pandemonium lord
566443 | Zig:19   | Noticed Icit the pandemonium lord
566443 | Zig:19   | Killed Xoec the pandemonium lord
566443 | Zig:19   | Killed Latagrur the pandemonium lord
566443 | Zig:19   | Killed Hicogiv the pandemonium lord
566443 | Zig:19   | Killed Wets the pandemonium lord
566443 | Zig:19   | Killed Banafomi the pandemonium lord
566443 | Zig:19   | Killed Lexoem the pandemonium lord
566443 | Zig:19   | Killed Zeunet the pandemonium lord
566444 | Zig:19   | Noticed Atamogh the pandemonium lord
566445 | Zig:19   | Noticed Rit Serch the pandemonium lord
566445 | Zig:19   | Noticed Nira the pandemonium lord
566446 | Zig:19   | Noticed Nukhlali Gaha the pandemonium lord
566446 | Zig:19   | Noticed Ostoycib the pandemonium lord
566447 | Zig:19   | Noticed Baki the pandemonium lord
566447 | Zig:19   | Killed Foemisalut the pandemonium lord
566447 | Zig:19   | Killed Xacsakif the pandemonium lord
566447 | Zig:19   | Killed Axtira Zohu the pandemonium lord
566447 | Zig:19   | Killed Ufeesu the pandemonium lord
566447 | Zig:19   | Killed Emmoecw the pandemonium lord
566447 | Zig:19   | Killed Icit the pandemonium lord
566447 | Zig:19   | Killed Birrilul the pandemonium lord
566447 | Zig:19   | Killed Nukhomog the pandemonium lord
566447 | Zig:19   | Killed Nexu the pandemonium lord
566447 | Zig:19   | Killed Oreifring the pandemonium lord
566447 | Zig:19   | Killed Ruiffawk the pandemonium lord
566447 | Zig:19   | Killed Roucod the pandemonium lord
566447 | Zig:19   | Killed Iti Ocsinn the pandemonium lord
566448 | Zig:19   | Noticed Maenubam the pandemonium lord
566448 | Zig:19   | Killed Nukhlali Gaha the pandemonium lord
566448 | Zig:19   | Killed Gaewy the pandemonium lord
566448 | Zig:19   | Killed Baki the pandemonium lord
566448 | Zig:19   | Killed Rod Zaissu the pandemonium lord
566448 | Zig:19   | Killed Uplil Osis the pandemonium lord
566448 | Zig:19   | Killed Kokk the pandemonium lord
566449 | Zig:19   | Noticed Honnimi the pandemonium lord
566449 | Zig:19   | Noticed Kaytix the pandemonium lord
566449 | Zig:19   | Noticed Aghet the pandemonium lord
566449 | Zig:19   | Killed Kaytix the pandemonium lord
566449 | Zig:19   | Killed Aghet the pandemonium lord
566449 | Zig:19   | Killed Zavyfro the pandemonium lord
566449 | Zig:19   | Killed Bopuav the pandemonium lord
566449 | Zig:19   | Killed Suessoz the pandemonium lord
566449 | Zig:19   | Killed Taigh the pandemonium lord
566449 | Zig:19   | Killed Fuiraseu the pandemonium lord
566449 | Zig:19   | Killed Wieth the pandemonium lord
566449 | Zig:19   | Killed Hiqe the pandemonium lord
566449 | Zig:19   | Killed Soixiqob the pandemonium lord
566449 | Zig:19   | Killed Qarel the pandemonium lord
566450 | Zig:19   | Noticed Xievecs the pandemonium lord
566450 | Zig:19   | Noticed Xubluj the pandemonium lord
566450 | Zig:19   | Killed Berinan the pandemonium lord
566450 | Zig:19   | Killed Nira the pandemonium lord
566451 | Zig:19   | Noticed Xyurochiy the pandemonium lord
566451 | Zig:19   | Noticed Dumael the pandemonium lord
566451 | Zig:19   | Killed Noufut the pandemonium lord
566452 | Zig:19   | Noticed Rias the pandemonium lord
566452 | Zig:19   | Noticed Nadi the pandemonium lord
566452 | Zig:19   | Killed Siat the pandemonium lord
566453 | Zig:19   | Noticed Fuuvir the pandemonium lord
566454 | Zig:19   | Noticed Eschekam the pandemonium lord
566454 | Zig:19   | Noticed Evuuvuaff the pandemonium lord
566457 | Zig:19   | Killed Xubluj the pandemonium lord
566458 | Zig:19   | Noticed Tuxus the pandemonium lord
566459 | Zig:19   | Killed Rit Serch the pandemonium lord
566461 | Zig:19   | Noticed Mayrem the pandemonium lord
566461 | Zig:19   | Killed Taoredd the pandemonium lord
566461 | Zig:19   | Killed Eschekam the pandemonium lord
566462 | Zig:19   | Noticed Yrougu the pandemonium lord
566462 | Zig:19   | Noticed Dejuy the pandemonium lord
566462 | Zig:19   | Killed Maenubam the pandemonium lord
566462 | Zig:19   | Killed Ostoycib the pandemonium lord
566463 | Zig:19   | Noticed Akitaa the pandemonium lord
566463 | Zig:19   | Noticed Qekut the pandemonium lord
566463 | Zig:19   | Killed Feupirch the pandemonium lord
566463 | Zig:19   | Killed Dumael the pandemonium lord
566464 | Zig:19   | Noticed Suguj the pandemonium lord
566464 | Zig:19   | Noticed Fumatia the pandemonium lord
566464 | Zig:19   | Noticed Istan the pandemonium lord
566465 | Zig:19   | Noticed Zidiedd the pandemonium lord
566465 | Zig:19   | Noticed Utzino the pandemonium lord
566467 | Zig:19   | Noticed Moamopt the pandemonium lord
566467 | Zig:19   | Killed Nadi the pandemonium lord
566467 | Zig:19   | Killed Fuuvir the pandemonium lord
566467 | Zig:19   | Killed Vygrubbi the pandemonium lord
566467 | Zig:19   | Killed Futite the pandemonium lord
566467 | Zig:19   | Killed Rias the pandemonium lord
566467 | Zig:19   | Killed Qanim the pandemonium lord
566468 | Zig:19   | Noticed Qebuxt the pandemonium lord
566468 | Zig:19   | Noticed Jyusasoe the pandemonium lord
566468 | Zig:19   | Noticed Gostrimaa the pandemonium lord
566468 | Zig:19   | Noticed Ifeqewka the pandemonium lord
566468 | Zig:19   | Killed Moamopt the pandemonium lord
566468 | Zig:19   | Killed Honnimi the pandemonium lord
566468 | Zig:19   | Killed Lumos the pandemonium lord
566468 | Zig:19   | Killed Atamogh the pandemonium lord
566470 | Zig:19   | Noticed Puys the pandemonium lord
566470 | Zig:19   | Killed Gostrimaa the pandemonium lord
566470 | Zig:19   | Killed Ifeqewka the pandemonium lord
566471 | Zig:19   | Noticed Kodul the pandemonium lord
566471 | Zig:19   | Noticed Omeati the pandemonium lord
566471 | Zig:19   | Noticed Cawinifrala the pandemonium lord
566471 | Zig:19   | Killed Puys the pandemonium lord
566471 | Zig:19   | Killed Evuuvuaff the pandemonium lord
566471 | Zig:19   | Killed Cawinifrala the pandemonium lord
566471 | Zig:19   | Killed Wukulloz the pandemonium lord
566472 | Zig:19   | Noticed Rigrun the pandemonium lord
566473 | Zig:19   | Noticed Gabamas the pandemonium lord
566473 | Zig:19   | Noticed Desecr Lainn the pandemonium lord
566473 | Zig:19   | Noticed Qaocyu the pandemonium lord
566474 | Zig:19   | Noticed Lixkiam the pandemonium lord
566475 | Zig:19   | Noticed Uquj the pandemonium lord
566475 | Zig:19   | Killed Omeati the pandemonium lord
566475 | Zig:19   | Killed Plog the pandemonium lord
566475 | Zig:19   | Killed Qebuxt the pandemonium lord
566476 | Zig:19   | Noticed Utaust the pandemonium lord
566476 | Zig:19   | Noticed Zeyt the pandemonium lord
566476 | Zig:19   | Noticed Kureasur the pandemonium lord
566476 | Zig:19   | Killed Uquj the pandemonium lord
566476 | Zig:19   | Killed Suguj the pandemonium lord
566476 | Zig:19   | Killed Kodul the pandemonium lord
566476 | Zig:19   | Killed Mugopto the pandemonium lord
566476 | Zig:19   | Killed Jyusasoe the pandemonium lord
566476 | Zig:19   | Killed Gabamas the pandemonium lord
566476 | Zig:19   | Killed Mayrem the pandemonium lord
566477 | Zig:19   | Noticed Belouk the pandemonium lord
566477 | Zig:19   | Noticed Noekai the pandemonium lord
566477 | Zig:19   | Noticed Luengavu the pandemonium lord
566477 | Zig:19   | Killed Istan the pandemonium lord
566477 | Zig:19   | Killed Utaust the pandemonium lord
566477 | Zig:19   | Killed Hyrin the pandemonium lord
566477 | Zig:19   | Killed Xyurochiy the pandemonium lord
566477 | Zig:19   | Killed Zeyt the pandemonium lord
566477 | Zig:19   | Killed Igihusse the pandemonium lord
566477 | Zig:19   | Killed Rigrun the pandemonium lord
566478 | Zig:19   | Noticed Nochuoka the pandemonium lord
566478 | Zig:19   | Noticed Tirch the pandemonium lord
566478 | Zig:19   | Killed Utzino the pandemonium lord
566478 | Zig:19   | Killed Zidiedd the pandemonium lord
566478 | Zig:19   | Killed Qaocyu the pandemonium lord
566479 | Zig:19   | Noticed Qyclasia the pandemonium lord
566479 | Zig:19   | Killed Xievecs the pandemonium lord
566481 | Zig:19   | Noticed Pigerr the pandemonium lord
566481 | Zig:19   | Noticed Cessyonk the pandemonium lord
566481 | Zig:19   | Killed Tirch the pandemonium lord
566483 | Zig:19   | Noticed Deicuhih the pandemonium lord
566484 | Zig:19   | Killed Nochuoka the pandemonium lord
566484 | Zig:19   | Killed Luengavu the pandemonium lord
566484 | Zig:19   | Killed Deicuhih the pandemonium lord
566485 | Zig:19   | Noticed Taylar the pandemonium lord
566485 | Zig:19   | Noticed Buptit the pandemonium lord
566487 | Zig:19   | Noticed Aggoly the pandemonium lord
566487 | Zig:19   | Noticed Ikeky the pandemonium lord
566487 | Zig:19   | Killed Asariz the pandemonium lord
566487 | Zig:19   | Killed Buptit the pandemonium lord
566487 | Zig:19   | Killed Ikeky the pandemonium lord
566488 | Zig:19   | Killed Pigerr the pandemonium lord
566488 | Zig:19   | Killed Yrougu the pandemonium lord
566488 | Zig:19   | Killed Fumatia the pandemonium lord
566489 | Zig:19   | Noticed Unargh the pandemonium lord
566490 | Zig:19   | Noticed Cost the pandemonium lord
566490 | Zig:19   | Noticed Cihazis the pandemonium lord
566491 | Zig:19   | Noticed Viar the pandemonium lord
566491 | Zig:19   | Killed Belouk the pandemonium lord
566491 | Zig:19   | Killed Cessyonk the pandemonium lord
566492 | Zig:19   | Noticed Vutrob the pandemonium lord
566492 | Zig:19   | Killed Noekai the pandemonium lord
566493 | Zig:19   | Noticed Xotsew the pandemonium lord
566493 | Zig:19   | Noticed Turo the pandemonium lord
566493 | Zig:19   | Noticed Iterypnu the pandemonium lord
566493 | Zig:19   | Killed Dejuy the pandemonium lord
566494 | Zig:19   | Killed Lixkiam the pandemonium lord
566495 | Zig:19   | Noticed Kuemut the pandemonium lord
566495 | Zig:19   | Killed Kureasur the pandemonium lord
566495 | Zig:19   | Killed Turo the pandemonium lord
566496 | Zig:19   | Noticed Cesoqys the pandemonium lord
566496 | Zig:19   | Noticed Cenoucot the pandemonium lord
566496 | Zig:19   | Noticed Loublim the pandemonium lord
566497 | Zig:19   | Noticed Wyig the pandemonium lord
566498 | Zig:19   | Noticed Jaoceok the pandemonium lord
566498 | Zig:19   | Noticed Bibopn the pandemonium lord
566498 | Zig:19   | Killed Unargh the pandemonium lord
566498 | Zig:19   | Killed Qekut the pandemonium lord
566498 | Zig:19   | Killed Cihazis the pandemonium lord
566498 | Zig:19   | Killed Qyclasia the pandemonium lord
566500 | Zig:19   | Noticed Pagud the pandemonium lord
566502 | Zig:19   | Noticed Bomoq the pandemonium lord
566502 | Zig:19   | Noticed Wenoruo the pandemonium lord
566502 | Zig:19   | Killed Jaoceok the pandemonium lord
566502 | Zig:19   | Killed Wenoruo the pandemonium lord
566502 | Zig:19   | Killed Vutrob the pandemonium lord
566503 | Zig:19   | Noticed Rokuroiq the pandemonium lord
566503 | Zig:19   | Noticed Fitaup the pandemonium lord
566505 | Zig:19   | Noticed Biunaeq the pandemonium lord
566505 | Zig:19   | Noticed Faaplyet the pandemonium lord
566505 | Zig:19   | Noticed Zeud the pandemonium lord
566507 | Zig:19   | Noticed Giconk the pandemonium lord
566507 | Zig:19   | Killed Akitaa the pandemonium lord
566507 | Zig:19   | Killed Iterypnu the pandemonium lord
566507 | Zig:19   | Killed Pagud the pandemonium lord
566508 | Zig:19   | Noticed Konyet the pandemonium lord
566508 | Zig:19   | Noticed Icsem the pandemonium lord
566508 | Zig:19   | Killed Bibopn the pandemonium lord
566508 | Zig:19   | Killed Giconk the pandemonium lord
566508 | Zig:19   | Killed Cost the pandemonium lord
566508 | Zig:19   | Killed Qoilegg the pandemonium lord
566508 | Zig:19   | Killed Taylar the pandemonium lord
566509 | Zig:19   | Noticed Muodefo the pandemonium lord
566509 | Zig:19   | Noticed Cehin the pandemonium lord
566509 | Zig:19   | Killed Bomoq the pandemonium lord
566510 | Zig:19   | Noticed Geuzaasi the pandemonium lord
566510 | Zig:19   | Noticed Afun the pandemonium lord
566511 | Zig:19   | Noticed Keffor the pandemonium lord
566511 | Zig:19   | Killed Aggoly the pandemonium lord
566511 | Zig:19   | Killed Faaplyet the pandemonium lord
566511 | Zig:19   | Killed Desecr Lainn the pandemonium lord
566511 | Zig:19   | Killed Wyig the pandemonium lord
566511 | Zig:19   | Killed Xotsew the pandemonium lord
566512 | Zig:19   | Noticed Diogh the pandemonium lord
566512 | Zig:19   | Noticed Irghah Ewiqy the pandemonium lord
566513 | Zig:19   | Noticed Xarin the pandemonium lord
566514 | Zig:19   | Noticed Dawnoc the pandemonium lord
566515 | Zig:19   | Noticed Meodwef the pandemonium lord
566515 | Zig:19   | Noticed Muish the pandemonium lord
566515 | Zig:19   | Noticed Qiplireje the pandemonium lord
566516 | Zig:19   | Noticed Boehosux the pandemonium lord
566516 | Zig:19   | Killed Boehosux the pandemonium lord
566517 | Zig:19   | Noticed Ighitaep the pandemonium lord
566517 | Zig:19   | Killed Meodwef the pandemonium lord
566517 | Zig:19   | Killed Rokuroiq the pandemonium lord
566519 | Zig:19   | Noticed Ocka the pandemonium lord
566520 | Zig:19   | Noticed Noiroahi the pandemonium lord
566520 | Zig:19   | Killed Geuzaasi the pandemonium lord
566520 | Zig:19   | Killed Diogh the pandemonium lord
566520 | Zig:19   | Killed Konyet the pandemonium lord
566520 | Zig:19   | Killed Qiplireje the pandemonium lord
566520 | Zig:19   | Killed Cehin the pandemonium lord
566521 | Zig:19   | Noticed Leitorim the pandemonium lord
566521 | Zig:19   | Noticed Lom Gopokh the pandemonium lord
566521 | Zig:19   | Killed Leitorim the pandemonium lord
566521 | Zig:19   | Killed Tuxus the pandemonium lord
566521 | Zig:19   | Killed Muish the pandemonium lord
566522 | Zig:19   | Noticed Jeowuz the pandemonium lord
566524 | Zig:19   | Killed Lom Gopokh the pandemonium lord
566524 | Zig:19   | Killed Noiroahi the pandemonium lord
566524 | Zig:19   | Killed Ocka the pandemonium lord
566524 | Zig:19   | Killed Kuemut the pandemonium lord
566525 | Zig:19   | Killed Icsem the pandemonium lord
566525 | Zig:19   | Killed Fitaup the pandemonium lord
566526 | Zig:19   | Noticed Xiorow the pandemonium lord
566526 | Zig:19   | Noticed Wewujymo the pandemonium lord
566526 | Zig:19   | Noticed Piufitat the pandemonium lord
566527 | Zig:19   | Noticed Ebed Dolo the pandemonium lord
566527 | Zig:19   | Noticed Vydwucu the pandemonium lord
566527 | Zig:19   | Noticed Cauwkaane the pandemonium lord
566527 | Zig:19   | Killed Zeud the pandemonium lord
566527 | Zig:19   | Killed Dawnoc the pandemonium lord
566528 | Zig:19   | Noticed Qiduujav the pandemonium lord
566528 | Zig:19   | Noticed Deazotavan the pandemonium lord
566528 | Zig:19   | Noticed Gemun the pandemonium lord
566529 | Zig:19   | Noticed Myopset the pandemonium lord
566529 | Zig:19   | Noticed Ruoroyv the pandemonium lord
566531 | Zig:19   | Noticed Bege the pandemonium lord
566531 | Zig:19   | Noticed Zorion the pandemonium lord
566532 | Zig:19   | Noticed Xikodac the pandemonium lord
566532 | Zig:19   | Killed Afun the pandemonium lord
566532 | Zig:19   | Killed Biunaeq the pandemonium lord
566532 | Zig:19   | Killed Cenoucot the pandemonium lord
566532 | Zig:19   | Killed Muodefo the pandemonium lord
566532 | Zig:19   | Killed Xarin the pandemonium lord
566532 | Zig:19   | Killed Ighitaep the pandemonium lord
566532 | Zig:19   | Killed Keffor the pandemonium lord
566532 | Zig:19   | Killed Jeowuz the pandemonium lord
566532 | Zig:19   | Killed Viar the pandemonium lord
566533 | Zig:19   | Killed Ruoroyv the pandemonium lord
566533 | Zig:19   | Killed Zorion the pandemonium lord
566533 | Zig:19   | Killed Cauwkaane the pandemonium lord
566533 | Zig:19   | Killed Irghah Ewiqy the pandemonium lord
566533 | Zig:19   | Killed Xikodac the pandemonium lord
566533 | Zig:19   | Killed Gemun the pandemonium lord
566534 | Zig:19   | Noticed Zeps the pandemonium lord
566534 | Zig:19   | Noticed Siucex the pandemonium lord
566535 | Zig:19   | Noticed Huusehakh the pandemonium lord
566535 | Zig:19   | Noticed Xizaa the pandemonium lord
566535 | Zig:19   | Killed Beokkuci the pandemonium lord
566535 | Zig:19   | Killed Bege the pandemonium lord
566536 | Zig:19   | Killed Siucex the pandemonium lord
566536 | Zig:19   | Killed Xizaa the pandemonium lord
566536 | Zig:19   | Killed Duapuc the pandemonium lord
566536 | Zig:19   | Killed Loublim the pandemonium lord
566536 | Zig:19   | Killed Myopset the pandemonium lord
566537 | Zig:19   | Noticed Qeifot the pandemonium lord
566537 | Zig:19   | Killed Qiduujav the pandemonium lord
566537 | Zig:19   | Killed Cesoqys the pandemonium lord
566538 | Zig:19   | Noticed Eczi the pandemonium lord
566538 | Zig:19   | Noticed Fual the pandemonium lord
566539 | Zig:19   | Noticed Vylipes the pandemonium lord
566540 | Zig:19   | Noticed Ipicky the pandemonium lord
566540 | Zig:19   | Noticed Gupaed the pandemonium lord
566541 | Zig:19   | Noticed Bistrol the pandemonium lord
566542 | Zig:19   | Noticed Numos the pandemonium lord
566542 | Zig:19   | Killed Wewujymo the pandemonium lord
566543 | Zig:19   | Noticed Ficroc the pandemonium lord
566544 | Zig:19   | Killed Numos the pandemonium lord
566544 | Zig:19   | Killed Huusehakh the pandemonium lord
566544 | Zig:19   | Killed Yzoec the pandemonium lord
566544 | Zig:19   | Killed Ebed Dolo the pandemonium lord
566544 | Zig:19   | Killed Gupaed the pandemonium lord
566545 | Zig:19   | Killed Xiorow the pandemonium lord
566545 | Zig:19   | Killed Qeifot the pandemonium lord
566545 | Zig:19   | Killed Fyreonk the pandemonium lord
566545 | Zig:19   | Killed Piufitat the pandemonium lord
566545 | Zig:19   | Killed Tyatef the pandemonium lord
566545 | Zig:19   | Killed Vydwucu the pandemonium lord
566545 | Zig:19   | Killed Deazotavan the pandemonium lord
566546 | Zig:19   | Killed Ficroc the pandemonium lord
566546 | Zig:19   | Noticed Mytic the pandemonium lord
566547 | Zig:19   | Noticed Jithil the pandemonium lord
566548 | Zig:19   | Killed Zeps the pandemonium lord
566548 | Zig:19   | Killed Vylipes the pandemonium lord
566549 | Zig:19   | Noticed Heunuap the pandemonium lord
566551 | Zig:19   | Noticed Ziden the pandemonium lord
566551 | Zig:19   | Noticed Muruxel the pandemonium lord
566551 | Zig:19   | Noticed Reulat the pandemonium lord
566552 | Zig:19   | Noticed Guficzuw the pandemonium lord
566552 | Zig:19   | Noticed Baig the pandemonium lord
566552 | Zig:19   | Killed Ipicky the pandemonium lord
566552 | Zig:19   | Killed Heunuap the pandemonium lord
566552 | Zig:19   | Killed Jithil the pandemonium lord
566552 | Zig:19   | Killed Jyam the pandemonium lord
566552 | Zig:19   | Killed Eczi the pandemonium lord
566552 | Zig:19   | Killed Fual the pandemonium lord
566554 | Zig:19   | Noticed Ena Kevu the pandemonium lord
566554 | Zig:19   | Noticed Jutimp the pandemonium lord
566555 | Zig:19   | Noticed Orghuchya the pandemonium lord
566555 | Zig:19   | Noticed Ziwagg the pandemonium lord
566556 | Zig:19   | Noticed Kohuad the pandemonium lord
566557 | Zig:19   | Noticed Wymurghu the pandemonium lord
566557 | Zig:19   | Noticed Zadettag the pandemonium lord
566557 | Zig:19   | Killed Ziwagg the pandemonium lord
566558 | Zig:19   | Noticed Udom the pandemonium lord
566558 | Zig:19   | Noticed Monu the pandemonium lord
566559 | Zig:19   | Noticed Jyzxauk the pandemonium lord
566560 | Zig:19   | Noticed Imimp the pandemonium lord
566560 | Zig:19   | Noticed Bozxigev the pandemonium lord
566561 | Zig:19   | Noticed Zaohais the pandemonium lord
566562 | Zig:19   | Noticed Kidghy the pandemonium lord
566563 | Zig:19   | Noticed Ecaber the pandemonium lord
566563 | Zig:19   | Killed Udom the pandemonium lord
566563 | Zig:19   | Killed Bistrol the pandemonium lord
566563 | Zig:19   | Killed Keodovay the pandemonium lord
566564 | Zig:19   | Noticed Haexaih the pandemonium lord
566567 | Zig:19   | Killed Jyzxauk the pandemonium lord
566567 | Zig:19   | Killed Guficzuw the pandemonium lord
566567 | Zig:19   | Killed Kohuad the pandemonium lord
566567 | Zig:19   | Killed Ena Kevu the pandemonium lord
566567 | Zig:19   | Killed Zadettag the pandemonium lord
566569 | Zig:19   | Noticed Caraatwa the pandemonium lord
566569 | Zig:19   | Noticed Sus Wiwn the pandemonium lord
566569 | Zig:19   | Noticed Nitaocow the pandemonium lord
566569 | Zig:19   | Killed Jutimp the pandemonium lord
566570 | Zig:19   | Noticed Pinnig the pandemonium lord
566570 | Zig:19   | Noticed Boskall the pandemonium lord
566570 | Zig:19   | Killed Baig the pandemonium lord
566571 | Zig:19   | Noticed Quityurph the pandemonium lord
566571 | Zig:19   | Killed Zaohais the pandemonium lord
566571 | Zig:19   | Killed Bozxigev the pandemonium lord
566572 | Zig:19   | Killed Pinnig the pandemonium lord
566572 | Zig:19   | Killed Mytic the pandemonium lord
566572 | Zig:19   | Killed Reulat the pandemonium lord
566572 | Zig:19   | Killed Wymurghu the pandemonium lord
566572 | Zig:19   | Killed Kidghy the pandemonium lord
566572 | Zig:19   | Killed Haexaih the pandemonium lord
566572 | Zig:19   | Killed Muruxel the pandemonium lord
566572 | Zig:19   | Killed Vahua the pandemonium lord
566572 | Zig:19   | Killed Orghuchya the pandemonium lord
566573 | Zig:19   | Noticed Macso the pandemonium lord
566573 | Zig:19   | Noticed Owublo the pandemonium lord
566573 | Zig:19   | Noticed Popufal the pandemonium lord
566573 | Zig:19   | Killed Ecaber the pandemonium lord
566573 | Zig:19   | Killed Nitaocow the pandemonium lord
566573 | Zig:19   | Killed Monu the pandemonium lord
566573 | Zig:19   | Killed Esifor the pandemonium lord
566573 | Zig:19   | Killed Popufal the pandemonium lord
566573 | Zig:19   | Killed Owublo the pandemonium lord
566575 | Zig:19   | Noticed Lounykhl Jach the pandemonium lord
566575 | Zig:19   | Noticed Bauber Omil the pandemonium lord
566575 | Zig:19   | Noticed Vieval the pandemonium lord
566575 | Zig:19   | Noticed Zall the pandemonium lord
566575 | Zig:19   | Noticed Moattoef the pandemonium lord
566575 | Zig:19   | Noticed Lezatra the pandemonium lord
566577 | Zig:19   | Noticed Paorav the pandemonium lord
566577 | Zig:19   | Noticed Weujamm the pandemonium lord
566577 | Zig:19   | Noticed Ziaz the pandemonium lord
566578 | Zig:19   | Killed Quityurph the pandemonium lord
566578 | Zig:19   | Killed Sus Wiwn the pandemonium lord
566578 | Zig:19   | Killed Imimp the pandemonium lord
566578 | Zig:19   | Killed Ziden the pandemonium lord
566579 | Zig:19   | Noticed Macrueff the pandemonium lord
566579 | Zig:19   | Killed Paorav the pandemonium lord
566579 | Zig:19   | Killed Moattoef the pandemonium lord
566579 | Zig:19   | Killed Bauber Omil the pandemonium lord
566579 | Zig:19   | Killed Boskall the pandemonium lord
566579 | Zig:19   | Killed Zall the pandemonium lord
566580 | Zig:19   | Noticed Jeoseev the pandemonium lord
566581 | Zig:19   | Noticed Yrusuh the pandemonium lord
566581 | Zig:19   | Killed Weujamm the pandemonium lord
566581 | Zig:19   | Killed Macrueff the pandemonium lord
566583 | Zig:19   | Killed Yrusuh the pandemonium lord
566583 | Zig:19   | Killed Lounykhl Jach the pandemonium lord
566583 | Zig:19   | Killed Caraatwa the pandemonium lord
566583 | Zig:19   | Killed Paaleado the pandemonium lord
566583 | Zig:19   | Killed Ziaz the pandemonium lord
566583 | Zig:19   | Killed Jeoseev the pandemonium lord
566583 | Zig:19   | Killed Minoroce the pandemonium lord
566584 | Zig:19   | Killed Macso the pandemonium lord
566588 | Zig:19   | Killed Vieval the pandemonium lord
566589 | Zig:19   | Killed Lezatra the pandemonium lord
566590 | Zig:19   | Noticed Qebekioj the pandemonium lord
566592 | Zig:19   | Noticed Ywa Eke the pandemonium lord
566594 | Zig:19   | Noticed Paprug the pandemonium lord
566602 | Zig:19   | Noticed Zealid the pandemonium lord
566604 | Zig:19   | Killed Qebekioj the pandemonium lord
566606 | Zig:19   | Killed Paprug the pandemonium lord
566606 | Zig:19   | Killed Ywa Eke the pandemonium lord
566608 | Zig:19   | Killed Zealid the pandemonium lord
566668 | Zig:19   | Identified the +2 pair of gloves of Menagut {*Contam Regen+ Stlth+} (You found it on level 19 of a ziggurat)
566687 | Zig:19   | Identified the +0 helmet of the Onion {Dex+7 SInv} (You found it on level 19 of a ziggurat)
566816 | Zig:20   | Entered Level 20 of a ziggurat
566816 | Zig:20   | Noticed an ancient lich
566816 | Zig:20   | Noticed an ancient lich
566816 | Zig:20   | Noticed an ancient lich
566816 | Zig:20   | Noticed an ancient lich
566816 | Zig:20   | Noticed an ancient lich
566816 | Zig:20   | Noticed an ancient lich
566816 | Zig:20   | Noticed an ancient lich
566816 | Zig:20   | Noticed an ancient lich
566816 | Zig:20   | Noticed an ancient lich
566816 | Zig:20   | Noticed an ancient lich
566816 | Zig:20   | Noticed an ancient lich
566816 | Zig:20   | Noticed an ancient lich
566816 | Zig:20   | Noticed an ancient lich
566816 | Zig:20   | Noticed an ancient lich
566816 | Zig:20   | Noticed an ancient lich
566816 | Zig:20   | Noticed an ancient lich
566816 | Zig:20   | Noticed an ancient lich
566816 | Zig:20   | Noticed an ancient lich
566816 | Zig:20   | Noticed an ancient lich
566816 | Zig:20   | Noticed an ancient lich
566816 | Zig:20   | Noticed an ancient lich
566816 | Zig:20   | Noticed an ancient lich
566816 | Zig:20   | Noticed an ancient lich
566816 | Zig:20   | Noticed an ancient lich
566817 | Zig:20   | Killed an ancient lich
566817 | Zig:20   | Killed an ancient lich
566817 | Zig:20   | Killed an ancient lich
566817 | Zig:20   | Killed an ancient lich
566817 | Zig:20   | Killed an ancient lich
566817 | Zig:20   | Killed an ancient lich
566817 | Zig:20   | Killed an ancient lich
566817 | Zig:20   | Killed an ancient lich
566818 | Zig:20   | Noticed an ancient lich
566818 | Zig:20   | Noticed an ancient lich
566818 | Zig:20   | Noticed an ancient lich
566818 | Zig:20   | Noticed an ancient lich
566818 | Zig:20   | Noticed an ancient lich
566818 | Zig:20   | Noticed an ancient lich
566818 | Zig:20   | Killed an ancient lich
566818 | Zig:20   | Killed an ancient lich
566818 | Zig:20   | Killed an ancient lich
566818 | Zig:20   | Killed an ancient lich
566818 | Zig:20   | Killed an ancient lich
566818 | Zig:20   | Killed an ancient lich
566818 | Zig:20   | Killed an ancient lich
566818 | Zig:20   | Killed an ancient lich
566818 | Zig:20   | Killed an ancient lich
566818 | Zig:20   | Killed an ancient lich
566818 | Zig:20   | Killed an ancient lich
566818 | Zig:20   | Killed an ancient lich
566818 | Zig:20   | Killed an ancient lich
566818 | Zig:20   | Killed an ancient lich
566818 | Zig:20   | Killed an ancient lich
566818 | Zig:20   | Killed an ancient lich
566818 | Zig:20   | Killed an ancient lich
566818 | Zig:20   | Killed an ancient lich
566819 | Zig:20   | Noticed an ancient lich
566820 | Zig:20   | Noticed an ancient lich
566821 | Zig:20   | Killed an ancient lich
566821 | Zig:20   | Killed an ancient lich
566822 | Zig:20   | Killed an ancient lich
566822 | Zig:20   | Killed an ancient lich
566822 | Zig:20   | Killed an ancient lich
566823 | Zig:20   | Noticed an ancient lich
566823 | Zig:20   | Noticed an ancient lich
566823 | Zig:20   | Noticed an ancient lich
566823 | Zig:20   | Noticed an ancient lich
566823 | Zig:20   | Noticed an ancient lich
566823 | Zig:20   | Noticed an ancient lich
566823 | Zig:20   | Noticed an ancient lich
566823 | Zig:20   | Noticed an ancient lich
566823 | Zig:20   | Killed an ancient lich
566824 | Zig:20   | Noticed an ancient lich
566824 | Zig:20   | Noticed an ancient lich
566824 | Zig:20   | Noticed an ancient lich
566824 | Zig:20   | Noticed an ancient lich
566824 | Zig:20   | Noticed an ancient lich
566824 | Zig:20   | Noticed an ancient lich
566824 | Zig:20   | Noticed an ancient lich
566825 | Zig:20   | Noticed an ancient lich
566825 | Zig:20   | Noticed an ancient lich
566825 | Zig:20   | Noticed an ancient lich
566825 | Zig:20   | Noticed an ancient lich
566825 | Zig:20   | Noticed an ancient lich
566826 | Zig:20   | Noticed an ancient lich
566826 | Zig:20   | Noticed an ancient lich
566826 | Zig:20   | Noticed an ancient lich
566826 | Zig:20   | Noticed an ancient lich
566826 | Zig:20   | Noticed an ancient lich
566826 | Zig:20   | Noticed an ancient lich
566826 | Zig:20   | Noticed an ancient lich
566827 | Zig:20   | Noticed an ancient lich
566827 | Zig:20   | Noticed an ancient lich
566827 | Zig:20   | Noticed an ancient lich
566827 | Zig:20   | Noticed an ancient lich
566828 | Zig:20   | Killed an ancient lich
566828 | Zig:20   | Killed an ancient lich
566828 | Zig:20   | Killed an ancient lich
566828 | Zig:20   | Killed an ancient lich
566828 | Zig:20   | Killed an ancient lich
566828 | Zig:20   | Killed an ancient lich
566828 | Zig:20   | Killed an ancient lich
566828 | Zig:20   | Killed an ancient lich
566828 | Zig:20   | Killed an ancient lich
566828 | Zig:20   | Killed an ancient lich
566828 | Zig:20   | Killed an ancient lich
566828 | Zig:20   | Killed an ancient lich
566828 | Zig:20   | Killed an ancient lich
566828 | Zig:20   | Killed an ancient lich
566828 | Zig:20   | Killed an ancient lich
566828 | Zig:20   | Killed an ancient lich
566828 | Zig:20   | Killed an ancient lich
566828 | Zig:20   | Killed an ancient lich
566828 | Zig:20   | Killed an ancient lich
566829 | Zig:20   | Noticed an ancient lich
566829 | Zig:20   | Noticed an ancient lich
566829 | Zig:20   | Killed an ancient lich
566829 | Zig:20   | Killed an ancient lich
566829 | Zig:20   | Killed an ancient lich
566829 | Zig:20   | Killed an ancient lich
566829 | Zig:20   | Killed an ancient lich
566829 | Zig:20   | Killed an ancient lich
566829 | Zig:20   | Killed an ancient lich
566829 | Zig:20   | Killed an ancient lich
566829 | Zig:20   | Killed an ancient lich
566829 | Zig:20   | Killed an ancient lich
566830 | Zig:20   | Noticed an ancient lich
566830 | Zig:20   | Noticed an ancient lich
566830 | Zig:20   | Noticed an ancient lich
566830 | Zig:20   | Noticed an ancient lich
566830 | Zig:20   | Noticed an ancient lich
566831 | Zig:20   | Noticed an ancient lich
566831 | Zig:20   | Killed an ancient lich
566832 | Zig:20   | Noticed an ancient lich
566832 | Zig:20   | Killed an ancient lich
566833 | Zig:20   | Killed an ancient lich
566834 | Zig:20   | Noticed an ancient lich
566834 | Zig:20   | Noticed an ancient lich
566834 | Zig:20   | Killed an ancient lich
566834 | Zig:20   | Killed an ancient lich
566835 | Zig:20   | Noticed an ancient lich
566835 | Zig:20   | Noticed an ancient lich
566835 | Zig:20   | Noticed an ancient lich
566835 | Zig:20   | Noticed an ancient lich
566835 | Zig:20   | Noticed an ancient lich
566835 | Zig:20   | Noticed an ancient lich
566835 | Zig:20   | Noticed an ancient lich
566835 | Zig:20   | Noticed an ancient lich
566835 | Zig:20   | Killed an ancient lich
566835 | Zig:20   | Killed an ancient lich
566836 | Zig:20   | Noticed an ancient lich
566836 | Zig:20   | Noticed an ancient lich
566836 | Zig:20   | Noticed an ancient lich
566836 | Zig:20   | Noticed an ancient lich
566836 | Zig:20   | Noticed an ancient lich
566836 | Zig:20   | Noticed an ancient lich
566836 | Zig:20   | Noticed an ancient lich
566836 | Zig:20   | Noticed an ancient lich
566836 | Zig:20   | Killed an ancient lich
566836 | Zig:20   | Killed an ancient lich
566836 | Zig:20   | Killed an ancient lich
566836 | Zig:20   | Killed an ancient lich
566837 | Zig:20   | Noticed an ancient lich
566837 | Zig:20   | Noticed an ancient lich
566837 | Zig:20   | Noticed an ancient lich
566837 | Zig:20   | Noticed an ancient lich
566838 | Zig:20   | Noticed an ancient lich
566838 | Zig:20   | Noticed an ancient lich
566838 | Zig:20   | Noticed an ancient lich
566838 | Zig:20   | Noticed an ancient lich
566838 | Zig:20   | Noticed an ancient lich
566838 | Zig:20   | Noticed an ancient lich
566838 | Zig:20   | Noticed an ancient lich
566839 | Zig:20   | Noticed an ancient lich
566839 | Zig:20   | Noticed an ancient lich
566839 | Zig:20   | Noticed an ancient lich
566839 | Zig:20   | Noticed an ancient lich
566839 | Zig:20   | Noticed an ancient lich
566840 | Zig:20   | Killed an ancient lich
566840 | Zig:20   | Killed an ancient lich
566840 | Zig:20   | Killed an ancient lich
566840 | Zig:20   | Killed an ancient lich
566840 | Zig:20   | Killed an ancient lich
566840 | Zig:20   | Killed an ancient lich
566840 | Zig:20   | Killed an ancient lich
566840 | Zig:20   | Killed an ancient lich
566840 | Zig:20   | Killed an ancient lich
566840 | Zig:20   | Killed an ancient lich
566840 | Zig:20   | Killed an ancient lich
566840 | Zig:20   | Killed an ancient lich
566840 | Zig:20   | Killed an ancient lich
566840 | Zig:20   | Killed an ancient lich
566840 | Zig:20   | Killed an ancient lich
566840 | Zig:20   | Killed an ancient lich
566840 | Zig:20   | Killed an ancient lich
566840 | Zig:20   | Killed an ancient lich
566840 | Zig:20   | Killed an ancient lich
566841 | Zig:20   | Noticed an ancient lich
566841 | Zig:20   | Noticed an ancient lich
566841 | Zig:20   | Killed an ancient lich
566841 | Zig:20   | Killed an ancient lich
566841 | Zig:20   | Killed an ancient lich
566841 | Zig:20   | Killed an ancient lich
566841 | Zig:20   | Killed an ancient lich
566841 | Zig:20   | Killed an ancient lich
566841 | Zig:20   | Killed an ancient lich
566841 | Zig:20   | Killed an ancient lich
566841 | Zig:20   | Killed an ancient lich
566841 | Zig:20   | Killed an ancient lich
566841 | Zig:20   | Killed an ancient lich
566841 | Zig:20   | Killed an ancient lich
566841 | Zig:20   | Killed an ancient lich
566841 | Zig:20   | Killed an ancient lich
566842 | Zig:20   | Noticed an ancient lich
566842 | Zig:20   | Noticed an ancient lich
566842 | Zig:20   | Noticed an ancient lich
566842 | Zig:20   | Noticed an ancient lich
566842 | Zig:20   | Noticed an ancient lich
566842 | Zig:20   | Noticed an ancient lich
566843 | Zig:20   | Noticed an ancient lich
566843 | Zig:20   | Noticed an ancient lich
566843 | Zig:20   | Killed an ancient lich
566844 | Zig:20   | Noticed an ancient lich
566844 | Zig:20   | Noticed an ancient lich
566844 | Zig:20   | Killed an ancient lich
566845 | Zig:20   | Noticed an ancient lich
566845 | Zig:20   | Noticed an ancient lich
566845 | Zig:20   | Noticed an ancient lich
566845 | Zig:20   | Noticed an ancient lich
566845 | Zig:20   | Noticed an ancient lich
566846 | Zig:20   | Noticed an ancient lich
566846 | Zig:20   | Noticed an ancient lich
566846 | Zig:20   | Noticed an ancient lich
566846 | Zig:20   | Noticed an ancient lich
566846 | Zig:20   | Noticed an ancient lich
566846 | Zig:20   | Killed an ancient lich
566846 | Zig:20   | Killed an ancient lich
566846 | Zig:20   | Killed an ancient lich
566846 | Zig:20   | Killed an ancient lich
566846 | Zig:20   | Killed an ancient lich
566847 | Zig:20   | Noticed an ancient lich
566847 | Zig:20   | Noticed an ancient lich
566847 | Zig:20   | Noticed an ancient lich
566847 | Zig:20   | Noticed an ancient lich
566847 | Zig:20   | Noticed an ancient lich
566847 | Zig:20   | Noticed an ancient lich
566847 | Zig:20   | Noticed an ancient lich
566847 | Zig:20   | Noticed an ancient lich
566847 | Zig:20   | Killed an ancient lich
566847 | Zig:20   | Killed an ancient lich
566847 | Zig:20   | Killed an ancient lich
566847 | Zig:20   | Killed an ancient lich
566847 | Zig:20   | Killed an ancient lich
566847 | Zig:20   | Noticed an ancient lich
566847 | Zig:20   | Noticed an ancient lich
566848 | Zig:20   | Noticed an ancient lich
566848 | Zig:20   | Noticed an ancient lich
566848 | Zig:20   | Noticed an ancient lich
566848 | Zig:20   | Noticed an ancient lich
566848 | Zig:20   | Noticed an ancient lich
566848 | Zig:20   | Noticed an ancient lich
566848 | Zig:20   | Noticed an ancient lich
566848 | Zig:20   | Noticed an ancient lich
566848 | Zig:20   | Noticed an ancient lich
566849 | Zig:20   | Killed an ancient lich
566849 | Zig:20   | Killed an ancient lich
566849 | Zig:20   | Killed an ancient lich
566849 | Zig:20   | Killed an ancient lich
566849 | Zig:20   | Killed an ancient lich
566849 | Zig:20   | Killed an ancient lich
566849 | Zig:20   | Killed an ancient lich
566849 | Zig:20   | Killed an ancient lich
566849 | Zig:20   | Killed an ancient lich
566849 | Zig:20   | Killed an ancient lich
566849 | Zig:20   | Killed an ancient lich
566849 | Zig:20   | Killed an ancient lich
566849 | Zig:20   | Killed an ancient lich
566849 | Zig:20   | Killed an ancient lich
566849 | Zig:20   | Killed an ancient lich
566849 | Zig:20   | Killed an ancient lich
566849 | Zig:20   | Killed an ancient lich
566849 | Zig:20   | Killed an ancient lich
566849 | Zig:20   | Killed an ancient lich
566850 | Zig:20   | Noticed an ancient lich
566850 | Zig:20   | Noticed an ancient lich
566850 | Zig:20   | Noticed an ancient lich
566850 | Zig:20   | Noticed an ancient lich
566850 | Zig:20   | Noticed an ancient lich
566851 | Zig:20   | Noticed an ancient lich
566851 | Zig:20   | Noticed an ancient lich
566851 | Zig:20   | Noticed an ancient lich
566851 | Zig:20   | Noticed an ancient lich
566851 | Zig:20   | Noticed an ancient lich
566851 | Zig:20   | Killed an ancient lich
566851 | Zig:20   | Killed an ancient lich
566851 | Zig:20   | Killed an ancient lich
566851 | Zig:20   | Killed an ancient lich
566851 | Zig:20   | Killed an ancient lich
566851 | Zig:20   | Killed an ancient lich
566851 | Zig:20   | Killed an ancient lich
566851 | Zig:20   | Killed an ancient lich
566851 | Zig:20   | Killed an ancient lich
566851 | Zig:20   | Killed an ancient lich
566851 | Zig:20   | Killed an ancient lich
566851 | Zig:20   | Killed an ancient lich
566851 | Zig:20   | Killed an ancient lich
566851 | Zig:20   | Killed an ancient lich
566851 | Zig:20   | Killed an ancient lich
566851 | Zig:20   | Killed an ancient lich
566851 | Zig:20   | Killed an ancient lich
566851 | Zig:20   | Killed an ancient lich
566851 | Zig:20   | Killed an ancient lich
566852 | Zig:20   | Noticed an ancient lich
566852 | Zig:20   | Noticed an ancient lich
566853 | Zig:20   | Noticed an ancient lich
566853 | Zig:20   | Noticed an ancient lich
566854 | Zig:20   | Noticed an ancient lich
566854 | Zig:20   | Killed an ancient lich
566855 | Zig:20   | Noticed an ancient lich
566855 | Zig:20   | Noticed an ancient lich
566855 | Zig:20   | Killed an ancient lich
566855 | Zig:20   | Killed an ancient lich
566856 | Zig:20   | Noticed an ancient lich
566856 | Zig:20   | Noticed an ancient lich
566856 | Zig:20   | Noticed an ancient lich
566856 | Zig:20   | Killed an ancient lich
566857 | Zig:20   | Killed an ancient lich
566858 | Zig:20   | Noticed an ancient lich
566861 | Zig:20   | Killed an ancient lich
566861 | Zig:20   | Killed an ancient lich
566861 | Zig:20   | Killed an ancient lich
566861 | Zig:20   | Killed an ancient lich
566861 | Zig:20   | Killed an ancient lich
566861 | Zig:20   | Killed an ancient lich
566862 | Zig:20   | Killed an ancient lich
566862 | Zig:20   | Killed an ancient lich
566862 | Zig:20   | Killed an ancient lich
566880 | Zig:20   | Identified the cursed +0 pair of boots of the Beggar {rC+ rN++} (You found it on level 20 of a ziggurat)
566899 | Zig:20   | Identified the Tome of Evil Air
566909 | Zig:20   | Got a scintillating steel ring
566911 | Zig:20   | Identified the ring "Xuoggen" {rC++ MR+ Dex+2 SInv Stlth+} (You found it on level 20 of a ziggurat)
566915 | Zig:20   | Identified the Compendium of the Rocks and the Birds
567078 | Zig:20   | Identified the +2 pair of boots of the Unseen Realm {*Corrode Str+3 Dex+6} (You found it on level 20 of a ziggurat)
567118 | Zig:21   | Entered Level 21 of a ziggurat
567311 | Zig:21   | Identified the +4 pair of boots of Spring {rElec rC+ Dex+4} (You found it on level 21 of a ziggurat)
567615 | Zig:21   | Got a transparent marble ring
567677 | Zig:22   | Entered Level 22 of a ziggurat
567769 | Zig:22   | Got a fine diamond amulet
567770 | Zig:22   | Identified the amulet "Yneba" {RegenMP MR+ Slay+4 Stlth-} (You found it on level 22 of a ziggurat)
567772 | Zig:22   | Identified the ring "Baunimoy" {+Fly SInv Stlth+} (You found it on level 21 of a ziggurat)
567787 | Zig:22   | Got a warped tin amulet
567788 | Zig:22   | Identified the amulet of Moderation {Spirit +Fly rF+} (You found it on level 22 of a ziggurat)
567888 | Zig:22   | Got a crude platinum amulet
567889 | Zig:22   | Identified the amulet of Huodaumi {Reflect Str+5 SH+4} (You found it on level 22 of a ziggurat)
567901 | Zig:22   | Got a pitted golden ring
567903 | Zig:22   | Identified the ring of Kinlul {rElec rC+ Dex+3} (You found it on level 22 of a ziggurat)
567908 | Zig:22   | Got a scorched iron amulet
567909 | Zig:22   | Identified the amulet "Mueneacw" {Gourm MP+9} (You found it on level 22 of a ziggurat)
567925 | Zig:22   | Got a glittering ruby amulet
567926 | Zig:22   | Identified the amulet "Miredy" {+Rage rF++} (You found it on level 22 of a ziggurat)
567971 | Zig:22   | Identified the +3 pair of gloves of Twilight {Regen+} (You found it on level 22 of a ziggurat)
567978 | Zig:22   | Identified the cursed -4 cloak of Grace {Int+5 Dex+2} (You found it on level 22 of a ziggurat)
567980 | Zig:22   | Identified the Tome of Protection
567983 | Zig:22   | Identified the +9 broad axe of Vemex {elec, Int+7} (You found it on level 22 of a ziggurat)
567985 | Zig:22   | Identified the +9 broad axe of Bongo {chop, rF+ rC+} (You found it on level 22 of a ziggurat)
568012 | Zig:22   | Identified the Collected Works on Conjuration and Dislocation
568022 | Zig:23   | Entered Level 23 of a ziggurat
568022 | Zig:23   | Noticed an ancient lich
568022 | Zig:23   | Noticed an ancient lich
568022 | Zig:23   | Noticed an ancient lich
568022 | Zig:23   | Noticed an ancient lich
568022 | Zig:23   | Noticed an ancient lich
568022 | Zig:23   | Noticed an ancient lich
568022 | Zig:23   | Noticed an ancient lich
568022 | Zig:23   | Noticed an ancient lich
568022 | Zig:23   | Noticed an ancient lich
568022 | Zig:23   | Noticed an ancient lich
568022 | Zig:23   | Noticed an ancient lich
568022 | Zig:23   | Noticed an ancient lich
568022 | Zig:23   | Noticed an ancient lich
568022 | Zig:23   | Noticed an ancient lich
568022 | Zig:23   | Noticed an ancient lich
568022 | Zig:23   | Noticed an ancient lich
568022 | Zig:23   | Noticed an ancient lich
568022 | Zig:23   | Noticed an ancient lich
568022 | Zig:23   | Noticed an ancient lich
568022 | Zig:23   | Noticed an ancient lich
568023 | Zig:23   | Killed an ancient lich
568023 | Zig:23   | Killed an ancient lich
568023 | Zig:23   | Killed an ancient lich
568023 | Zig:23   | Killed an ancient lich
568023 | Zig:23   | Killed an ancient lich
568023 | Zig:23   | Killed an ancient lich
568023 | Zig:23   | Killed an ancient lich
568023 | Zig:23   | Killed an ancient lich
568023 | Zig:23   | Killed an ancient lich
568024 | Zig:23   | Noticed an ancient lich
568024 | Zig:23   | Noticed an ancient lich
568024 | Zig:23   | Noticed an ancient lich
568024 | Zig:23   | Noticed an ancient lich
568024 | Zig:23   | Killed an ancient lich
568024 | Zig:23   | Killed an ancient lich
568024 | Zig:23   | Killed an ancient lich
568024 | Zig:23   | Killed an ancient lich
568024 | Zig:23   | Killed an ancient lich
568024 | Zig:23   | Killed an ancient lich
568024 | Zig:23   | Killed an ancient lich
568024 | Zig:23   | Killed an ancient lich
568024 | Zig:23   | Killed an ancient lich
568024 | Zig:23   | Killed an ancient lich
568024 | Zig:23   | Killed an ancient lich
568025 | Zig:23   | Noticed an ancient lich
568025 | Zig:23   | Noticed an ancient lich
568025 | Zig:23   | Noticed an ancient lich
568025 | Zig:23   | Noticed an ancient lich
568025 | Zig:23   | Noticed an ancient lich
568025 | Zig:23   | Noticed an ancient lich
568025 | Zig:23   | Noticed an ancient lich
568026 | Zig:23   | Noticed an ancient lich
568026 | Zig:23   | Noticed an ancient lich
568027 | Zig:23   | Killed an ancient lich
568028 | Zig:23   | Killed an ancient lich
568029 | Zig:23   | Killed an ancient lich
568029 | Zig:23   | Killed an ancient lich
568029 | Zig:23   | Killed an ancient lich
568029 | Zig:23   | Killed an ancient lich
568029 | Zig:23   | Killed an ancient lich
568029 | Zig:23   | Killed an ancient lich
568030 | Zig:23   | Noticed an ancient lich
568030 | Zig:23   | Noticed an ancient lich
568030 | Zig:23   | Noticed an ancient lich
568030 | Zig:23   | Noticed an ancient lich
568030 | Zig:23   | Noticed an ancient lich
568030 | Zig:23   | Killed an ancient lich
568030 | Zig:23   | Killed an ancient lich
568030 | Zig:23   | Killed an ancient lich
568030 | Zig:23   | Killed an ancient lich
568031 | Zig:23   | Noticed an ancient lich
568031 | Zig:23   | Noticed an ancient lich
568031 | Zig:23   | Noticed an ancient lich
568031 | Zig:23   | Noticed an ancient lich
568031 | Zig:23   | Killed an ancient lich
568032 | Zig:23   | Noticed an ancient lich
568032 | Zig:23   | Noticed an ancient lich
568032 | Zig:23   | Noticed an ancient lich
568032 | Zig:23   | Killed an ancient lich
568032 | Zig:23   | Killed an ancient lich
568032 | Zig:23   | Killed an ancient lich
568033 | Zig:23   | Noticed an ancient lich
568033 | Zig:23   | Noticed an ancient lich
568034 | Zig:23   | Noticed an ancient lich
568034 | Zig:23   | Noticed an ancient lich
568034 | Zig:23   | Noticed an ancient lich
568034 | Zig:23   | Noticed an ancient lich
568034 | Zig:23   | Noticed an ancient lich
568035 | Zig:23   | Noticed an ancient lich
568035 | Zig:23   | Noticed an ancient lich
568035 | Zig:23   | Noticed an ancient lich
568036 | Zig:23   | Noticed an ancient lich
568036 | Zig:23   | Killed an ancient lich
568036 | Zig:23   | Killed an ancient lich
568036 | Zig:23   | Killed an ancient lich
568036 | Zig:23   | Killed an ancient lich
568036 | Zig:23   | Killed an ancient lich
568036 | Zig:23   | Killed an ancient lich
568036 | Zig:23   | Killed an ancient lich
568036 | Zig:23   | Killed an ancient lich
568036 | Zig:23   | Killed an ancient lich
568036 | Zig:23   | Killed an ancient lich
568036 | Zig:23   | Killed an ancient lich
568036 | Zig:23   | Killed an ancient lich
568036 | Zig:23   | Killed an ancient lich
568037 | Zig:23   | Killed an ancient lich
568037 | Zig:23   | Killed an ancient lich
568037 | Zig:23   | Killed an ancient lich
568037 | Zig:23   | Killed an ancient lich
568037 | Zig:23   | Killed an ancient lich
568037 | Zig:23   | Killed an ancient lich
568037 | Zig:23   | Killed an ancient lich
568037 | Zig:23   | Killed an ancient lich
568038 | Zig:23   | Noticed an ancient lich
568038 | Zig:23   | Noticed an ancient lich
568038 | Zig:23   | Noticed an ancient lich
568038 | Zig:23   | Noticed an ancient lich
568038 | Zig:23   | Noticed an ancient lich
568038 | Zig:23   | Noticed an ancient lich
568039 | Zig:23   | Noticed an ancient lich
568039 | Zig:23   | Noticed an ancient lich
568039 | Zig:23   | Noticed an ancient lich
568039 | Zig:23   | Noticed an ancient lich
568039 | Zig:23   | Noticed an ancient lich
568039 | Zig:23   | Noticed an ancient lich
568039 | Zig:23   | Noticed an ancient lich
568040 | Zig:23   | Noticed an ancient lich
568040 | Zig:23   | Noticed an ancient lich
568041 | Zig:23   | Noticed an ancient lich
568041 | Zig:23   | Noticed an ancient lich
568042 | Zig:23   | Killed an ancient lich
568043 | Zig:23   | Noticed an ancient lich
568043 | Zig:23   | Noticed an ancient lich
568043 | Zig:23   | Noticed an ancient lich
568043 | Zig:23   | Noticed an ancient lich
568043 | Zig:23   | Noticed an ancient lich
568043 | Zig:23   | Noticed an ancient lich
568043 | Zig:23   | Killed an ancient lich
568043 | Zig:23   | Killed an ancient lich
568043 | Zig:23   | Killed an ancient lich
568043 | Zig:23   | Killed an ancient lich
568043 | Zig:23   | Killed an ancient lich
568043 | Zig:23   | Killed an ancient lich
568043 | Zig:23   | Killed an ancient lich
568043 | Zig:23   | Killed an ancient lich
568044 | Zig:23   | Noticed an ancient lich
568044 | Zig:23   | Noticed an ancient lich
568044 | Zig:23   | Noticed an ancient lich
568044 | Zig:23   | Noticed an ancient lich
568044 | Zig:23   | Noticed an ancient lich
568044 | Zig:23   | Noticed an ancient lich
568044 | Zig:23   | Killed an ancient lich
568044 | Zig:23   | Killed an ancient lich
568044 | Zig:23   | Killed an ancient lich
568044 | Zig:23   | Killed an ancient lich
568044 | Zig:23   | Killed an ancient lich
568045 | Zig:23   | Noticed an ancient lich
568045 | Zig:23   | Noticed an ancient lich
568045 | Zig:23   | Noticed an ancient lich
568045 | Zig:23   | Noticed an ancient lich
568045 | Zig:23   | Noticed an ancient lich
568045 | Zig:23   | Killed an ancient lich
568045 | Zig:23   | Killed an ancient lich
568046 | Zig:23   | Noticed an ancient lich
568046 | Zig:23   | Noticed an ancient lich
568046 | Zig:23   | Noticed an ancient lich
568046 | Zig:23   | Noticed an ancient lich
568046 | Zig:23   | Noticed an ancient lich
568046 | Zig:23   | Noticed an ancient lich
568046 | Zig:23   | Noticed an ancient lich
568046 | Zig:23   | Noticed an ancient lich
568046 | Zig:23   | Noticed an ancient lich
568047 | Zig:23   | Noticed an ancient lich
568047 | Zig:23   | Noticed an ancient lich
568047 | Zig:23   | Noticed an ancient lich
568047 | Zig:23   | Noticed an ancient lich
568047 | Zig:23   | Noticed an ancient lich
568047 | Zig:23   | Noticed an ancient lich
568048 | Zig:23   | Noticed an ancient lich
568048 | Zig:23   | Noticed an ancient lich
568049 | Zig:23   | Noticed an ancient lich
568049 | Zig:23   | Noticed an ancient lich
568049 | Zig:23   | Noticed an ancient lich
568049 | Zig:23   | Killed an ancient lich
568049 | Zig:23   | Killed an ancient lich
568049 | Zig:23   | Killed an ancient lich
568049 | Zig:23   | Killed an ancient lich
568049 | Zig:23   | Killed an ancient lich
568049 | Zig:23   | Killed an ancient lich
568049 | Zig:23   | Killed an ancient lich
568049 | Zig:23   | Killed an ancient lich
568049 | Zig:23   | Killed an ancient lich
568049 | Zig:23   | Killed an ancient lich
568049 | Zig:23   | Killed an ancient lich
568049 | Zig:23   | Killed an ancient lich
568049 | Zig:23   | Killed an ancient lich
568049 | Zig:23   | Killed an ancient lich
568049 | Zig:23   | Killed an ancient lich
568049 | Zig:23   | Killed an ancient lich
568049 | Zig:23   | Killed an ancient lich
568049 | Zig:23   | Killed an ancient lich
568049 | Zig:23   | Killed an ancient lich
568049 | Zig:23   | Killed an ancient lich
568049 | Zig:23   | Killed an ancient lich
568049 | Zig:23   | Killed an ancient lich
568049 | Zig:23   | Killed an ancient lich
568050 | Zig:23   | Noticed an ancient lich
568050 | Zig:23   | Noticed an ancient lich
568050 | Zig:23   | Noticed an ancient lich
568050 | Zig:23   | Noticed an ancient lich
568050 | Zig:23   | Killed an ancient lich
568050 | Zig:23   | Killed an ancient lich
568050 | Zig:23   | Killed an ancient lich
568050 | Zig:23   | Killed an ancient lich
568050 | Zig:23   | Killed an ancient lich
568050 | Zig:23   | Killed an ancient lich
568050 | Zig:23   | Killed an ancient lich
568050 | Zig:23   | Killed an ancient lich
568050 | Zig:23   | Killed an ancient lich
568050 | Zig:23   | Killed an ancient lich
568050 | Zig:23   | Killed an ancient lich
568050 | Zig:23   | Killed an ancient lich
568050 | Zig:23   | Killed an ancient lich
568050 | Zig:23   | Killed an ancient lich
568050 | Zig:23   | Killed an ancient lich
568050 | Zig:23   | Killed an ancient lich
568051 | Zig:23   | Noticed an ancient lich
568051 | Zig:23   | Noticed an ancient lich
568051 | Zig:23   | Noticed an ancient lich
568051 | Zig:23   | Noticed an ancient lich
568051 | Zig:23   | Killed an ancient lich
568052 | Zig:23   | Noticed an ancient lich
568052 | Zig:23   | Noticed an ancient lich
568053 | Zig:23   | Noticed an ancient lich
568053 | Zig:23   | Noticed an ancient lich
568053 | Zig:23   | Noticed an ancient lich
568053 | Zig:23   | Killed an ancient lich
568054 | Zig:23   | Noticed an ancient lich
568054 | Zig:23   | Noticed an ancient lich
568054 | Zig:23   | Noticed an ancient lich
568055 | Zig:23   | Noticed an ancient lich
568055 | Zig:23   | Noticed an ancient lich
568055 | Zig:23   | Noticed an ancient lich
568055 | Zig:23   | Killed an ancient lich
568055 | Zig:23   | Killed an ancient lich
568055 | Zig:23   | Killed an ancient lich
568055 | Zig:23   | Killed an ancient lich
568055 | Zig:23   | Killed an ancient lich
568056 | Zig:23   | Noticed an ancient lich
568056 | Zig:23   | Noticed an ancient lich
568056 | Zig:23   | Noticed an ancient lich
568056 | Zig:23   | Noticed an ancient lich
568056 | Zig:23   | Noticed an ancient lich
568056 | Zig:23   | Killed an ancient lich
568056 | Zig:23   | Killed an ancient lich
568056 | Zig:23   | Killed an ancient lich
568056 | Zig:23   | Killed an ancient lich
568056 | Zig:23   | Killed an ancient lich
568056 | Zig:23   | Killed an ancient lich
568057 | Zig:23   | Noticed an ancient lich
568057 | Zig:23   | Noticed an ancient lich
568058 | Zig:23   | Noticed an ancient lich
568058 | Zig:23   | Noticed an ancient lich
568058 | Zig:23   | Killed an ancient lich
568058 | Zig:23   | Killed an ancient lich
568058 | Zig:23   | Killed an ancient lich
568058 | Zig:23   | Killed an ancient lich
568058 | Zig:23   | Killed an ancient lich
568058 | Zig:23   | Killed an ancient lich
568058 | Zig:23   | Killed an ancient lich
568058 | Zig:23   | Killed an ancient lich
568058 | Zig:23   | Killed an ancient lich
568058 | Zig:23   | Killed an ancient lich
568059 | Zig:23   | Noticed an ancient lich
568059 | Zig:23   | Noticed an ancient lich
568059 | Zig:23   | Noticed an ancient lich
568059 | Zig:23   | Noticed an ancient lich
568059 | Zig:23   | Noticed an ancient lich
568059 | Zig:23   | Noticed an ancient lich
568059 | Zig:23   | Noticed an ancient lich
568060 | Zig:23   | Noticed an ancient lich
568061 | Zig:23   | Killed an ancient lich
568061 | Zig:23   | Killed an ancient lich
568061 | Zig:23   | Killed an ancient lich
568061 | Zig:23   | Killed an ancient lich
568061 | Zig:23   | Killed an ancient lich
568061 | Zig:23   | Killed an ancient lich
568061 | Zig:23   | Killed an ancient lich
568063 | Zig:23   | Noticed an ancient lich
568063 | Zig:23   | Noticed an ancient lich
568063 | Zig:23   | Noticed an ancient lich
568063 | Zig:23   | Noticed an ancient lich
568063 | Zig:23   | Noticed an ancient lich
568063 | Zig:23   | Killed an ancient lich
568063 | Zig:23   | Killed an ancient lich
568063 | Zig:23   | Killed an ancient lich
568065 | Zig:23   | Noticed an ancient lich
568066 | Zig:23   | Noticed an ancient lich
568066 | Zig:23   | Killed an ancient lich
568067 | Zig:23   | Noticed an ancient lich
568067 | Zig:23   | Noticed an ancient lich
568067 | Zig:23   | Noticed an ancient lich
568067 | Zig:23   | Noticed an ancient lich
568067 | Zig:23   | Noticed an ancient lich
568067 | Zig:23   | Noticed an ancient lich
568067 | Zig:23   | Killed an ancient lich
568067 | Zig:23   | Killed an ancient lich
568067 | Zig:23   | Killed an ancient lich
568067 | Zig:23   | Killed an ancient lich
568067 | Zig:23   | Killed an ancient lich
568067 | Zig:23   | Killed an ancient lich
568067 | Zig:23   | Killed an ancient lich
568067 | Zig:23   | Killed an ancient lich
568068 | Zig:23   | Noticed an ancient lich
568070 | Zig:23   | Killed an ancient lich
568070 | Zig:23   | Killed an ancient lich
568070 | Zig:23   | Killed an ancient lich
568070 | Zig:23   | Killed an ancient lich
568071 | Zig:23   | Killed an ancient lich
568073 | Zig:23   | Noticed an ancient lich
568075 | Zig:23   | Killed an ancient lich
568076 | Zig:23   | Killed an ancient lich
568077 | Zig:23   | Killed an ancient lich
568078 | Zig:23   | Noticed an ancient lich
568080 | Zig:23   | Killed an ancient lich
568094 | Zig:23   | Identified Sif Muna's Reference Book on Freezing Translocation
568122 | Zig:23   | Got a flickering turquoise ring
568124 | Zig:23   | Identified the ring "Tibrugg" {*Drain rElec rC+ rN+ Stlth-} (You found it on level 23 of a ziggurat)
568143 | Zig:23   | Got a translucent amber ring
568144 | Zig:23   | Identified the ring of Ukifi Hur {Ice +Fly rPois} (You found it on level 23 of a ziggurat)
568149 | Zig:23   | Got a smoking ivory ring
568150 | Zig:23   | Identified the ring of Summertime {rPois rN++ MR+ Str+6} (You found it on level 23 of a ziggurat)
568154 | Zig:23   | Got a scorched bone ring
568155 | Zig:23   | Identified the ring "Rair" {*Contam rF++ MR+++ Int+3} (You found it on level 23 of a ziggurat)
568228 | Zig:23   | Identified the Compendium of Ensnaring Dislocation
568348 | Zig:23   | Identified the +9 eveningstar of Excruciating Pain {drain, Dex+6} (You found it on level 23 of a ziggurat)
568350 | Zig:23   | Identified Sif Muna's Disquisition on Companions and Enhancements
568353 | Zig:23   | Identified the +2 cloak of Fedhas's Favour {Slay+3} (You found it on level 23 of a ziggurat)
568388 | Zig:24   | Entered Level 24 of a ziggurat
568388 | Zig:24   | Noticed an ancient lich
568388 | Zig:24   | Noticed an ancient lich
568388 | Zig:24   | Noticed an ancient lich
568388 | Zig:24   | Noticed an ancient lich
568388 | Zig:24   | Noticed an ancient lich
568388 | Zig:24   | Noticed an ancient lich
568388 | Zig:24   | Noticed an ancient lich
568388 | Zig:24   | Noticed an ancient lich
568388 | Zig:24   | Noticed an ancient lich
568388 | Zig:24   | Noticed an ancient lich
568388 | Zig:24   | Noticed an ancient lich
568388 | Zig:24   | Noticed an ancient lich
568388 | Zig:24   | Noticed an ancient lich
568388 | Zig:24   | Noticed an ancient lich
568388 | Zig:24   | Noticed an ancient lich
568388 | Zig:24   | Noticed an ancient lich
568388 | Zig:24   | Noticed an ancient lich
568388 | Zig:24   | Noticed an ancient lich
568388 | Zig:24   | Noticed an ancient lich
568388 | Zig:24   | Noticed an ancient lich
568388 | Zig:24   | Noticed an ancient lich
568389 | Zig:24   | Killed an ancient lich
568389 | Zig:24   | Killed an ancient lich
568389 | Zig:24   | Killed an ancient lich
568389 | Zig:24   | Killed an ancient lich
568389 | Zig:24   | Killed an ancient lich
568389 | Zig:24   | Killed an ancient lich
568389 | Zig:24   | Killed an ancient lich
568389 | Zig:24   | Killed an ancient lich
568389 | Zig:24   | Killed an ancient lich
568389 | Zig:24   | Killed an ancient lich
568389 | Zig:24   | Killed an ancient lich
568390 | Zig:24   | Noticed an ancient lich
568390 | Zig:24   | Noticed an ancient lich
568390 | Zig:24   | Noticed an ancient lich
568390 | Zig:24   | Noticed an ancient lich
568390 | Zig:24   | Noticed an ancient lich
568390 | Zig:24   | Killed an ancient lich
568390 | Zig:24   | Killed an ancient lich
568390 | Zig:24   | Killed an ancient lich
568390 | Zig:24   | Killed an ancient lich
568390 | Zig:24   | Killed an ancient lich
568390 | Zig:24   | Killed an ancient lich
568390 | Zig:24   | Killed an ancient lich
568390 | Zig:24   | Killed an ancient lich
568390 | Zig:24   | Killed an ancient lich
568390 | Zig:24   | Killed an ancient lich
568391 | Zig:24   | Noticed an ancient lich
568391 | Zig:24   | Noticed an ancient lich
568391 | Zig:24   | Noticed an ancient lich
568391 | Zig:24   | Noticed an ancient lich
568391 | Zig:24   | Noticed an ancient lich
568391 | Zig:24   | Noticed an ancient lich
568391 | Zig:24   | Noticed an ancient lich
568391 | Zig:24   | Noticed an ancient lich
568392 | Zig:24   | Noticed an ancient lich
568392 | Zig:24   | Noticed an ancient lich
568392 | Zig:24   | Noticed an ancient lich
568392 | Zig:24   | Noticed an ancient lich
568392 | Zig:24   | Noticed an ancient lich
568392 | Zig:24   | Noticed an ancient lich
568392 | Zig:24   | Noticed an ancient lich
568394 | Zig:24   | Noticed an ancient lich
568394 | Zig:24   | Killed an ancient lich
568394 | Zig:24   | Killed an ancient lich
568394 | Zig:24   | Killed an ancient lich
568395 | Zig:24   | Noticed an ancient lich
568395 | Zig:24   | Noticed an ancient lich
568395 | Zig:24   | Noticed an ancient lich
568395 | Zig:24   | Killed an ancient lich
568395 | Zig:24   | Killed an ancient lich
568396 | Zig:24   | Killed an ancient lich
568396 | Zig:24   | Killed an ancient lich
568396 | Zig:24   | Killed an ancient lich
568397 | Zig:24   | Noticed an ancient lich
568397 | Zig:24   | Noticed an ancient lich
568397 | Zig:24   | Noticed an ancient lich
568397 | Zig:24   | Noticed an ancient lich
568397 | Zig:24   | Noticed an ancient lich
568397 | Zig:24   | Killed an ancient lich
568397 | Zig:24   | Killed an ancient lich
568397 | Zig:24   | Killed an ancient lich
568397 | Zig:24   | Killed an ancient lich
568397 | Zig:24   | Killed an ancient lich
568397 | Zig:24   | Killed an ancient lich
568397 | Zig:24   | Killed an ancient lich
568397 | Zig:24   | Killed an ancient lich
568397 | Zig:24   | Killed an ancient lich
568397 | Zig:24   | Killed an ancient lich
568398 | Zig:24   | Noticed an ancient lich
568398 | Zig:24   | Noticed an ancient lich
568398 | Zig:24   | Noticed an ancient lich
568398 | Zig:24   | Noticed an ancient lich
568398 | Zig:24   | Noticed an ancient lich
568398 | Zig:24   | Noticed an ancient lich
568398 | Zig:24   | Noticed an ancient lich
568398 | Zig:24   | Noticed an ancient lich
568398 | Zig:24   | Killed an ancient lich
568398 | Zig:24   | Killed an ancient lich
568398 | Zig:24   | Killed an ancient lich
568398 | Zig:24   | Killed an ancient lich
568398 | Zig:24   | Killed an ancient lich
568399 | Zig:24   | Noticed an ancient lich
568399 | Zig:24   | Noticed an ancient lich
568399 | Zig:24   | Noticed an ancient lich
568399 | Zig:24   | Noticed an ancient lich
568399 | Zig:24   | Noticed an ancient lich
568399 | Zig:24   | Noticed an ancient lich
568400 | Zig:24   | Noticed an ancient lich
568400 | Zig:24   | Noticed an ancient lich
568400 | Zig:24   | Noticed an ancient lich
568400 | Zig:24   | Noticed an ancient lich
568400 | Zig:24   | Noticed an ancient lich
568400 | Zig:24   | Noticed an ancient lich
568401 | Zig:24   | Noticed an ancient lich
568401 | Zig:24   | Noticed an ancient lich
568401 | Zig:24   | Killed an ancient lich
568401 | Zig:24   | Killed an ancient lich
568401 | Zig:24   | Killed an ancient lich
568401 | Zig:24   | Killed an ancient lich
568401 | Zig:24   | Killed an ancient lich
568401 | Zig:24   | Killed an ancient lich
568401 | Zig:24   | Killed an ancient lich
568401 | Zig:24   | Killed an ancient lich
568401 | Zig:24   | Killed an ancient lich
568401 | Zig:24   | Killed an ancient lich
568401 | Zig:24   | Killed an ancient lich
568401 | Zig:24   | Killed an ancient lich
568401 | Zig:24   | Killed an ancient lich
568401 | Zig:24   | Killed an ancient lich
568401 | Zig:24   | Killed an ancient lich
568401 | Zig:24   | Killed an ancient lich
568402 | Zig:24   | Noticed an ancient lich
568402 | Zig:24   | Noticed an ancient lich
568402 | Zig:24   | Noticed an ancient lich
568402 | Zig:24   | Noticed an ancient lich
568402 | Zig:24   | Noticed an ancient lich
568402 | Zig:24   | Noticed an ancient lich
568403 | Zig:24   | Noticed an ancient lich
568403 | Zig:24   | Noticed an ancient lich
568403 | Zig:24   | Killed an ancient lich
568403 | Zig:24   | Killed an ancient lich
568403 | Zig:24   | Killed an ancient lich
568403 | Zig:24   | Killed an ancient lich
568403 | Zig:24   | Killed an ancient lich
568403 | Zig:24   | Killed an ancient lich
568403 | Zig:24   | Killed an ancient lich
568403 | Zig:24   | Killed an ancient lich
568403 | Zig:24   | Killed an ancient lich
568403 | Zig:24   | Killed an ancient lich
568403 | Zig:24   | Killed an ancient lich
568403 | Zig:24   | Killed an ancient lich
568403 | Zig:24   | Killed an ancient lich
568404 | Zig:24   | Noticed an ancient lich
568404 | Zig:24   | Noticed an ancient lich
568404 | Zig:24   | Noticed an ancient lich
568405 | Zig:24   | Noticed an ancient lich
568405 | Zig:24   | Noticed an ancient lich
568405 | Zig:24   | Killed an ancient lich
568405 | Zig:24   | Killed an ancient lich
568405 | Zig:24   | Killed an ancient lich
568405 | Zig:24   | Killed an ancient lich
568405 | Zig:24   | Killed an ancient lich
568405 | Zig:24   | Killed an ancient lich
568405 | Zig:24   | Killed an ancient lich
568405 | Zig:24   | Killed an ancient lich
568405 | Zig:24   | Killed an ancient lich
568406 | Zig:24   | Noticed an ancient lich
568406 | Zig:24   | Noticed an ancient lich
568406 | Zig:24   | Noticed an ancient lich
568406 | Zig:24   | Noticed an ancient lich
568406 | Zig:24   | Noticed an ancient lich
568406 | Zig:24   | Noticed an ancient lich
568406 | Zig:24   | Noticed an ancient lich
568408 | Zig:24   | Noticed an ancient lich
568408 | Zig:24   | Killed an ancient lich
568408 | Zig:24   | Killed an ancient lich
568409 | Zig:24   | Noticed an ancient lich
568409 | Zig:24   | Noticed an ancient lich
568409 | Zig:24   | Noticed an ancient lich
568409 | Zig:24   | Killed an ancient lich
568410 | Zig:24   | Noticed an ancient lich
568410 | Zig:24   | Noticed an ancient lich
568410 | Zig:24   | Noticed an ancient lich
568410 | Zig:24   | Noticed an ancient lich
568410 | Zig:24   | Noticed an ancient lich
568410 | Zig:24   | Noticed an ancient lich
568410 | Zig:24   | Killed an ancient lich
568411 | Zig:24   | Killed an ancient lich
568411 | Zig:24   | Killed an ancient lich
568411 | Zig:24   | Killed an ancient lich
568411 | Zig:24   | Killed an ancient lich
568411 | Zig:24   | Killed an ancient lich
568411 | Zig:24   | Killed an ancient lich
568412 | Zig:24   | Noticed an ancient lich
568412 | Zig:24   | Noticed an ancient lich
568412 | Zig:24   | Noticed an ancient lich
568412 | Zig:24   | Noticed an ancient lich
568412 | Zig:24   | Killed an ancient lich
568412 | Zig:24   | Killed an ancient lich
568412 | Zig:24   | Killed an ancient lich
568412 | Zig:24   | Killed an ancient lich
568413 | Zig:24   | Noticed an ancient lich
568413 | Zig:24   | Noticed an ancient lich
568413 | Zig:24   | Noticed an ancient lich
568413 | Zig:24   | Noticed an ancient lich
568413 | Zig:24   | Noticed an ancient lich
568413 | Zig:24   | Noticed an ancient lich
568413 | Zig:24   | Noticed an ancient lich
568413 | Zig:24   | Noticed an ancient lich
568413 | Zig:24   | Noticed an ancient lich
568414 | Zig:24   | Noticed an ancient lich
568414 | Zig:24   | Noticed an ancient lich
568414 | Zig:24   | Noticed an ancient lich
568414 | Zig:24   | Noticed an ancient lich
568414 | Zig:24   | Noticed an ancient lich
568414 | Zig:24   | Noticed an ancient lich
568414 | Zig:24   | Noticed an ancient lich
568414 | Zig:24   | Noticed an ancient lich
568414 | Zig:24   | Noticed an ancient lich
568415 | Zig:24   | Killed an ancient lich
568415 | Zig:24   | Killed an ancient lich
568415 | Zig:24   | Killed an ancient lich
568415 | Zig:24   | Killed an ancient lich
568415 | Zig:24   | Killed an ancient lich
568415 | Zig:24   | Killed an ancient lich
568415 | Zig:24   | Killed an ancient lich
568415 | Zig:24   | Killed an ancient lich
568415 | Zig:24   | Killed an ancient lich
568415 | Zig:24   | Killed an ancient lich
568415 | Zig:24   | Killed an ancient lich
568415 | Zig:24   | Killed an ancient lich
568415 | Zig:24   | Killed an ancient lich
568415 | Zig:24   | Killed an ancient lich
568415 | Zig:24   | Killed an ancient lich
568416 | Zig:24   | Noticed an ancient lich
568416 | Zig:24   | Noticed an ancient lich
568416 | Zig:24   | Noticed an ancient lich
568416 | Zig:24   | Noticed an ancient lich
568416 | Zig:24   | Noticed an ancient lich
568416 | Zig:24   | Noticed an ancient lich
568416 | Zig:24   | Killed an ancient lich
568417 | Zig:24   | Killed an ancient lich
568417 | Zig:24   | Killed an ancient lich
568417 | Zig:24   | Killed an ancient lich
568417 | Zig:24   | Killed an ancient lich
568417 | Zig:24   | Killed an ancient lich
568417 | Zig:24   | Killed an ancient lich
568417 | Zig:24   | Killed an ancient lich
568417 | Zig:24   | Killed an ancient lich
568417 | Zig:24   | Killed an ancient lich
568417 | Zig:24   | Killed an ancient lich
568417 | Zig:24   | Killed an ancient lich
568417 | Zig:24   | Killed an ancient lich
568417 | Zig:24   | Killed an ancient lich
568418 | Zig:24   | Noticed an ancient lich
568418 | Zig:24   | Noticed an ancient lich
568419 | Zig:24   | Noticed an ancient lich
568419 | Zig:24   | Killed an ancient lich
568419 | Zig:24   | Killed an ancient lich
568419 | Zig:24   | Killed an ancient lich
568420 | Zig:24   | Noticed an ancient lich
568420 | Zig:24   | Killed an ancient lich
568421 | Zig:24   | Noticed an ancient lich
568421 | Zig:24   | Killed an ancient lich
568422 | Zig:24   | Noticed an ancient lich
568422 | Zig:24   | Noticed an ancient lich
568422 | Zig:24   | Killed an ancient lich
568422 | Zig:24   | Killed an ancient lich
568423 | Zig:24   | Noticed an ancient lich
568423 | Zig:24   | Noticed an ancient lich
568423 | Zig:24   | Noticed an ancient lich
568423 | Zig:24   | Noticed an ancient lich
568423 | Zig:24   | Killed an ancient lich
568423 | Zig:24   | Killed an ancient lich
568424 | Zig:24   | Noticed an ancient lich
568424 | Zig:24   | Noticed an ancient lich
568424 | Zig:24   | Noticed an ancient lich
568425 | Zig:24   | Noticed an ancient lich
568425 | Zig:24   | Killed an ancient lich
568425 | Zig:24   | Killed an ancient lich
568425 | Zig:24   | Killed an ancient lich
568425 | Zig:24   | Killed an ancient lich
568425 | Zig:24   | Killed an ancient lich
568425 | Zig:24   | Killed an ancient lich
568425 | Zig:24   | Killed an ancient lich
568425 | Zig:24   | Noticed an ancient lich
568426 | Zig:24   | Noticed an ancient lich
568426 | Zig:24   | Noticed an ancient lich
568426 | Zig:24   | Noticed an ancient lich
568426 | Zig:24   | Noticed an ancient lich
568426 | Zig:24   | Noticed an ancient lich
568426 | Zig:24   | Noticed an ancient lich
568426 | Zig:24   | Noticed an ancient lich
568426 | Zig:24   | Noticed an ancient lich
568427 | Zig:24   | Noticed an ancient lich
568427 | Zig:24   | Noticed an ancient lich
568427 | Zig:24   | Killed an ancient lich
568427 | Zig:24   | Killed an ancient lich
568427 | Zig:24   | Killed an ancient lich
568427 | Zig:24   | Killed an ancient lich
568427 | Zig:24   | Killed an ancient lich
568427 | Zig:24   | Killed an ancient lich
568427 | Zig:24   | Killed an ancient lich
568427 | Zig:24   | Killed an ancient lich
568427 | Zig:24   | Killed an ancient lich
568428 | Zig:24   | Noticed an ancient lich
568428 | Zig:24   | Noticed an ancient lich
568429 | Zig:24   | Noticed an ancient lich
568429 | Zig:24   | Noticed an ancient lich
568429 | Zig:24   | Noticed an ancient lich
568429 | Zig:24   | Killed an ancient lich
568429 | Zig:24   | Killed an ancient lich
568430 | Zig:24   | Killed an ancient lich
568430 | Zig:24   | Killed an ancient lich
568430 | Zig:24   | Killed an ancient lich
568430 | Zig:24   | Noticed an ancient lich
568431 | Zig:24   | Noticed an ancient lich
568431 | Zig:24   | Noticed an ancient lich
568431 | Zig:24   | Noticed an ancient lich
568431 | Zig:24   | Noticed an ancient lich
568431 | Zig:24   | Noticed an ancient lich
568431 | Zig:24   | Noticed an ancient lich
568431 | Zig:24   | Killed an ancient lich
568432 | Zig:24   | Killed an ancient lich
568432 | Zig:24   | Killed an ancient lich
568433 | Zig:24   | Killed an ancient lich
568433 | Zig:24   | Killed an ancient lich
568433 | Zig:24   | Killed an ancient lich
568433 | Zig:24   | Killed an ancient lich
568433 | Zig:24   | Killed an ancient lich
568436 | Zig:24   | Killed an ancient lich
568436 | Zig:24   | Killed an ancient lich
568436 | Zig:24   | Killed an ancient lich
568436 | Zig:24   | Killed an ancient lich
568436 | Zig:24   | Killed an ancient lich
568438 | Zig:24   | Noticed an ancient lich
568438 | Zig:24   | Killed an ancient lich
568467 | Zig:24   | Got a fine pewter amulet
568468 | Zig:24   | Identified the amulet of Prescription {RegenMP rC+ Int+3} (You found it on level 24 of a ziggurat)
568548 | Zig:24   | Got a transparent glass ring
568550 | Zig:24   | Identified the ring "Xaclum" {rPois Str+3} (You found it on level 24 of a ziggurat)
568678 | Zig:25   | Entered Level 25 of a ziggurat
568750 | Zig:25   | Got a wavering pewter ring
568752 | Zig:25   | Identified the ring "Nerr" {rElec Stlth+} (You found it on level 25 of a ziggurat)
568783 | Zig:25   | Got a wavering glass ring
568784 | Zig:25   | Identified the ring "Rizacrem" {Wiz Str+3} (You found it on level 25 of a ziggurat)
568802 | Zig:25   | Got a brightly glowing tin ring
568803 | Zig:25   | Identified the ring "Bygov" {rElec rN+ Dex+4} (You found it on level 25 of a ziggurat)
568815 | Zig:25   | Identified the Disquisition on Malediction
569084 | Zig:25   | Identified the +0 helmet of Masochism {Dex+2} (You found it on level 25 of a ziggurat)
569089 | Zig:25   | Identified the +2 pair of gloves of Subjectivity {Dex+4 Slay+2} (You found it on level 25 of a ziggurat)
569131 | Zig:26   | Entered Level 26 of a ziggurat
569132 | Zig:26   | Noticed an ancient lich
569133 | Zig:26   | Noticed an ancient lich
569134 | Zig:26   | Noticed an ancient lich
569135 | Zig:26   | Killed an ancient lich
569136 | Zig:26   | Noticed an ancient lich
569136 | Zig:26   | Noticed an ancient lich
569136 | Zig:26   | Killed an ancient lich
569136 | Zig:26   | Killed an ancient lich
569137 | Zig:26   | Noticed an ancient lich
569138 | Zig:26   | Noticed an ancient lich
569139 | Zig:26   | Noticed an ancient lich
569139 | Zig:26   | Killed an ancient lich
569140 | Zig:26   | Noticed an ancient lich
569140 | Zig:26   | Killed an ancient lich
569141 | Zig:26   | Noticed an ancient lich
569141 | Zig:26   | Noticed an ancient lich
569141 | Zig:26   | Killed an ancient lich
569142 | Zig:26   | Noticed an ancient lich
569142 | Zig:26   | Killed an ancient lich
569142 | Zig:26   | Killed an ancient lich
569142 | Zig:26   | Killed an ancient lich
569143 | Zig:26   | Noticed an ancient lich
569143 | Zig:26   | Noticed an ancient lich
569143 | Zig:26   | Noticed an ancient lich
569144 | Zig:26   | Noticed an ancient lich
569144 | Zig:26   | Killed an ancient lich
569144 | Zig:26   | Killed an ancient lich
569144 | Zig:26   | Killed an ancient lich
569144 | Zig:26   | Killed an ancient lich
569144 | Zig:26   | Killed an ancient lich
569145 | Zig:26   | Noticed an ancient lich
569145 | Zig:26   | Noticed an ancient lich
569145 | Zig:26   | Noticed an ancient lich
569145 | Zig:26   | Killed an ancient lich
569145 | Zig:26   | Killed an ancient lich
569145 | Zig:26   | Killed an ancient lich
569145 | Zig:26   | Killed an ancient lich
569146 | Zig:26   | Noticed an ancient lich
569146 | Zig:26   | Noticed an ancient lich
569146 | Zig:26   | Killed an ancient lich
569146 | Zig:26   | Killed an ancient lich
569147 | Zig:26   | Noticed an ancient lich
569147 | Zig:26   | Noticed an ancient lich
569147 | Zig:26   | Noticed an ancient lich
569147 | Zig:26   | Noticed an ancient lich
569147 | Zig:26   | Noticed an ancient lich
569147 | Zig:26   | Noticed an ancient lich
569147 | Zig:26   | Noticed an ancient lich
569148 | Zig:26   | Noticed an ancient lich
569148 | Zig:26   | Noticed an ancient lich
569149 | Zig:26   | Noticed an ancient lich
569149 | Zig:26   | Noticed an ancient lich
569150 | Zig:26   | Noticed an ancient lich
569150 | Zig:26   | Noticed an ancient lich
569150 | Zig:26   | Noticed an ancient lich
569150 | Zig:26   | Killed an ancient lich
569151 | Zig:26   | Noticed an ancient lich
569151 | Zig:26   | Noticed an ancient lich
569151 | Zig:26   | Killed an ancient lich
569151 | Zig:26   | Killed an ancient lich
569152 | Zig:26   | Noticed an ancient lich
569152 | Zig:26   | Noticed an ancient lich
569152 | Zig:26   | Noticed an ancient lich
569152 | Zig:26   | Noticed an ancient lich
569152 | Zig:26   | Noticed an ancient lich
569152 | Zig:26   | Noticed an ancient lich
569152 | Zig:26   | Noticed an ancient lich
569152 | Zig:26   | Killed an ancient lich
569152 | Zig:26   | Killed an ancient lich
569152 | Zig:26   | Killed an ancient lich
569152 | Zig:26   | Killed an ancient lich
569152 | Zig:26   | Killed an ancient lich
569153 | Zig:26   | Noticed an ancient lich
569153 | Zig:26   | Noticed an ancient lich
569153 | Zig:26   | Noticed an ancient lich
569153 | Zig:26   | Noticed an ancient lich
569153 | Zig:26   | Noticed an ancient lich
569153 | Zig:26   | Noticed an ancient lich
569153 | Zig:26   | Killed an ancient lich
569153 | Zig:26   | Killed an ancient lich
569153 | Zig:26   | Killed an ancient lich
569153 | Zig:26   | Killed an ancient lich
569153 | Zig:26   | Killed an ancient lich
569153 | Zig:26   | Killed an ancient lich
569153 | Zig:26   | Killed an ancient lich
569154 | Zig:26   | Noticed an ancient lich
569154 | Zig:26   | Noticed an ancient lich
569154 | Zig:26   | Noticed an ancient lich
569154 | Zig:26   | Noticed an ancient lich
569154 | Zig:26   | Noticed an ancient lich
569154 | Zig:26   | Noticed an ancient lich
569154 | Zig:26   | Noticed an ancient lich
569154 | Zig:26   | Noticed an ancient lich
569155 | Zig:26   | Noticed an ancient lich
569155 | Zig:26   | Noticed an ancient lich
569155 | Zig:26   | Noticed an ancient lich
569155 | Zig:26   | Killed an ancient lich
569155 | Zig:26   | Killed an ancient lich
569155 | Zig:26   | Killed an ancient lich
569155 | Zig:26   | Killed an ancient lich
569155 | Zig:26   | Killed an ancient lich
569155 | Zig:26   | Killed an ancient lich
569155 | Zig:26   | Killed an ancient lich
569155 | Zig:26   | Killed an ancient lich
569155 | Zig:26   | Killed an ancient lich
569155 | Zig:26   | Killed an ancient lich
569155 | Zig:26   | Killed an ancient lich
569155 | Zig:26   | Killed an ancient lich
569155 | Zig:26   | Killed an ancient lich
569155 | Zig:26   | Killed an ancient lich
569155 | Zig:26   | Killed an ancient lich
569155 | Zig:26   | Killed an ancient lich
569155 | Zig:26   | Killed an ancient lich
569155 | Zig:26   | Killed an ancient lich
569156 | Zig:26   | Noticed an ancient lich
569156 | Zig:26   | Noticed an ancient lich
569156 | Zig:26   | Noticed an ancient lich
569156 | Zig:26   | Killed an ancient lich
569156 | Zig:26   | Killed an ancient lich
569156 | Zig:26   | Killed an ancient lich
569156 | Zig:26   | Killed an ancient lich
569156 | Zig:26   | Killed an ancient lich
569156 | Zig:26   | Killed an ancient lich
569156 | Zig:26   | Killed an ancient lich
569156 | Zig:26   | Killed an ancient lich
569156 | Zig:26   | Killed an ancient lich
569157 | Zig:26   | Noticed an ancient lich
569158 | Zig:26   | Noticed an ancient lich
569158 | Zig:26   | Noticed an ancient lich
569158 | Zig:26   | Noticed an ancient lich
569158 | Zig:26   | Noticed an ancient lich
569158 | Zig:26   | Noticed an ancient lich
569159 | Zig:26   | Noticed an ancient lich
569159 | Zig:26   | Killed an ancient lich
569160 | Zig:26   | Noticed an ancient lich
569160 | Zig:26   | Noticed an ancient lich
569160 | Zig:26   | Noticed an ancient lich
569160 | Zig:26   | Noticed an ancient lich
569160 | Zig:26   | Killed an ancient lich
569161 | Zig:26   | Noticed an ancient lich
569161 | Zig:26   | Noticed an ancient lich
569161 | Zig:26   | Killed an ancient lich
569161 | Zig:26   | Killed an ancient lich
569161 | Zig:26   | Killed an ancient lich
569161 | Zig:26   | Killed an ancient lich
569161 | Zig:26   | Killed an ancient lich
569161 | Zig:26   | Killed an ancient lich
569161 | Zig:26   | Killed an ancient lich
569161 | Zig:26   | Killed an ancient lich
569162 | Zig:26   | Noticed an ancient lich
569162 | Zig:26   | Noticed an ancient lich
569162 | Zig:26   | Noticed an ancient lich
569162 | Zig:26   | Noticed an ancient lich
569162 | Zig:26   | Noticed an ancient lich
569162 | Zig:26   | Noticed an ancient lich
569162 | Zig:26   | Killed an ancient lich
569162 | Zig:26   | Killed an ancient lich
569162 | Zig:26   | Killed an ancient lich
569163 | Zig:26   | Noticed an ancient lich
569163 | Zig:26   | Noticed an ancient lich
569163 | Zig:26   | Noticed an ancient lich
569163 | Zig:26   | Noticed an ancient lich
569164 | Zig:26   | Noticed an ancient lich
569164 | Zig:26   | Noticed an ancient lich
569164 | Zig:26   | Killed an ancient lich
569164 | Zig:26   | Killed an ancient lich
569164 | Zig:26   | Killed an ancient lich
569164 | Zig:26   | Killed an ancient lich
569164 | Zig:26   | Killed an ancient lich
569164 | Zig:26   | Killed an ancient lich
569164 | Zig:26   | Killed an ancient lich
569165 | Zig:26   | Noticed an ancient lich
569165 | Zig:26   | Killed an ancient lich
569165 | Zig:26   | Killed an ancient lich
569165 | Zig:26   | Killed an ancient lich
569165 | Zig:26   | Killed an ancient lich
569165 | Zig:26   | Killed an ancient lich
569165 | Zig:26   | Killed an ancient lich
569166 | Zig:26   | Noticed an ancient lich
569166 | Zig:26   | Noticed an ancient lich
569166 | Zig:26   | Killed an ancient lich
569166 | Zig:26   | Killed an ancient lich
569166 | Zig:26   | Killed an ancient lich
569166 | Zig:26   | Killed an ancient lich
569167 | Zig:26   | Noticed an ancient lich
569167 | Zig:26   | Noticed an ancient lich
569167 | Zig:26   | Noticed an ancient lich
569167 | Zig:26   | Noticed an ancient lich
569168 | Zig:26   | Noticed an ancient lich
569171 | Zig:26   | Noticed an ancient lich
569171 | Zig:26   | Noticed an ancient lich
569171 | Zig:26   | Noticed an ancient lich
569171 | Zig:26   | Noticed an ancient lich
569171 | Zig:26   | Noticed an ancient lich
569171 | Zig:26   | Noticed an ancient lich
569171 | Zig:26   | Killed an ancient lich
569171 | Zig:26   | Killed an ancient lich
569172 | Zig:26   | Noticed an ancient lich
569172 | Zig:26   | Noticed an ancient lich
569172 | Zig:26   | Noticed an ancient lich
569172 | Zig:26   | Killed an ancient lich
569172 | Zig:26   | Killed an ancient lich
569173 | Zig:26   | Killed an ancient lich
569173 | Zig:26   | Killed an ancient lich
569173 | Zig:26   | Killed an ancient lich
569173 | Zig:26   | Killed an ancient lich
569173 | Zig:26   | Killed an ancient lich
569174 | Zig:26   | Noticed an ancient lich
569174 | Zig:26   | Noticed an ancient lich
569174 | Zig:26   | Noticed an ancient lich
569174 | Zig:26   | Killed an ancient lich
569174 | Zig:26   | Killed an ancient lich
569174 | Zig:26   | Killed an ancient lich
569174 | Zig:26   | Killed an ancient lich
569174 | Zig:26   | Killed an ancient lich
569174 | Zig:26   | Killed an ancient lich
569174 | Zig:26   | Killed an ancient lich
569175 | Zig:26   | Noticed an ancient lich
569175 | Zig:26   | Noticed an ancient lich
569175 | Zig:26   | Noticed an ancient lich
569175 | Zig:26   | Noticed an ancient lich
569175 | Zig:26   | Noticed an ancient lich
569176 | Zig:26   | Noticed an ancient lich
569176 | Zig:26   | Noticed an ancient lich
569177 | Zig:26   | Killed an ancient lich
569177 | Zig:26   | Killed an ancient lich
569177 | Zig:26   | Killed an ancient lich
569178 | Zig:26   | Killed an ancient lich
569179 | Zig:26   | Noticed an ancient lich
569179 | Zig:26   | Noticed an ancient lich
569179 | Zig:26   | Noticed an ancient lich
569179 | Zig:26   | Killed an ancient lich
569179 | Zig:26   | Killed an ancient lich
569180 | Zig:26   | Noticed an ancient lich
569180 | Zig:26   | Killed an ancient lich
569180 | Zig:26   | Killed an ancient lich
569181 | Zig:26   | Noticed an ancient lich
569182 | Zig:26   | Noticed an ancient lich
569182 | Zig:26   | Noticed an ancient lich
569182 | Zig:26   | Noticed an ancient lich
569183 | Zig:26   | Noticed an ancient lich
569183 | Zig:26   | Killed an ancient lich
569183 | Zig:26   | Killed an ancient lich
569183 | Zig:26   | Killed an ancient lich
569183 | Zig:26   | Killed an ancient lich
569184 | Zig:26   | Noticed an ancient lich
569184 | Zig:26   | Noticed an ancient lich
569184 | Zig:26   | Noticed an ancient lich
569184 | Zig:26   | Noticed an ancient lich
569185 | Zig:26   | Killed an ancient lich
569185 | Zig:26   | Killed an ancient lich
569185 | Zig:26   | Killed an ancient lich
569185 | Zig:26   | Killed an ancient lich
569185 | Zig:26   | Killed an ancient lich
569185 | Zig:26   | Killed an ancient lich
569185 | Zig:26   | Killed an ancient lich
569185 | Zig:26   | Killed an ancient lich
569188 | Zig:26   | Noticed an ancient lich
569188 | Zig:26   | Killed an ancient lich
569190 | Zig:26   | Killed an ancient lich
569191 | Zig:26   | Noticed an ancient lich
569191 | Zig:26   | Noticed an ancient lich
569191 | Zig:26   | Noticed an ancient lich
569192 | Zig:26   | Killed an ancient lich
569196 | Zig:26   | Killed an ancient lich
569196 | Zig:26   | Killed an ancient lich
569223 | Zig:26   | Got a slimy bone ring
569225 | Zig:26   | Identified the cursed ring of Juphuppu {rElec MR+ EV-2 SInv} (You found it on level 26 of a ziggurat)
569228 | Zig:26   | Identified the Compendium of Unstable Poison
569414 | Zig:26   | Got a crude pewter ring
569415 | Zig:26   | Identified the ring of Devotion {rF+++ rC+ Str-4 SInv Stlth+} (You found it on level 26 of a ziggurat)
569423 | Zig:26   | Identified the +7 executioner's axe of Conformity {drain, rElec} (You found it on level 26 of a ziggurat)
569425 | Zig:26   | Got a warped ivory amulet
569426 | Zig:26   | Identified the amulet "Olytyrph" {Harm *Drain rF- Str+5 Dex+2} (You found it on level 26 of a ziggurat)
569471 | Zig:26   | Got a scintillating jade ring
569472 | Zig:26   | Identified the ring of Poni Poc {rPois rC- MR+ MP+9} (You found it on level 26 of a ziggurat)
569484 | Zig:26   | Got a bound granite ring
569485 | Zig:26   | Identified the ring of Bicrosh {rPois SInv} (You found it on level 26 of a ziggurat)
569562 | Zig:27   | Entered Level 27 of a ziggurat
569567 | Zig:27   | Noticed an ancient lich
569568 | Zig:27   | Noticed an ancient lich
569568 | Zig:27   | Noticed an ancient lich
569568 | Zig:27   | Noticed an ancient lich
569568 | Zig:27   | Noticed an ancient lich
569568 | Zig:27   | Noticed an ancient lich
569569 | Zig:27   | Noticed an ancient lich
569569 | Zig:27   | Noticed an ancient lich
569569 | Zig:27   | Noticed an ancient lich
569569 | Zig:27   | Noticed an ancient lich
569569 | Zig:27   | Noticed an ancient lich
569570 | Zig:27   | Killed an ancient lich
569570 | Zig:27   | Killed an ancient lich
569570 | Zig:27   | Killed an ancient lich
569570 | Zig:27   | Killed an ancient lich
569570 | Zig:27   | Killed an ancient lich
569570 | Zig:27   | Killed an ancient lich
569571 | Zig:27   | Noticed an ancient lich
569571 | Zig:27   | Noticed an ancient lich
569571 | Zig:27   | Killed an ancient lich
569571 | Zig:27   | Killed an ancient lich
569571 | Zig:27   | Killed an ancient lich
569571 | Zig:27   | Killed an ancient lich
569571 | Zig:27   | Killed an ancient lich
569571 | Zig:27   | Killed an ancient lich
569572 | Zig:27   | Noticed an ancient lich
569572 | Zig:27   | Noticed an ancient lich
569573 | Zig:27   | Noticed an ancient lich
569574 | Zig:27   | Killed an ancient lich
569575 | Zig:27   | Noticed an ancient lich
569576 | Zig:27   | Noticed an ancient lich
569576 | Zig:27   | Noticed an ancient lich
569577 | Zig:27   | Noticed an ancient lich
569577 | Zig:27   | Noticed an ancient lich
569577 | Zig:27   | Noticed an ancient lich
569577 | Zig:27   | Killed an ancient lich
569577 | Zig:27   | Killed an ancient lich
569578 | Zig:27   | Noticed an ancient lich
569578 | Zig:27   | Noticed an ancient lich
569578 | Zig:27   | Noticed an ancient lich
569579 | Zig:27   | Noticed an ancient lich
569579 | Zig:27   | Noticed an ancient lich
569579 | Zig:27   | Noticed an ancient lich
569579 | Zig:27   | Noticed an ancient lich
569580 | Zig:27   | Noticed an ancient lich
569580 | Zig:27   | Noticed an ancient lich
569580 | Zig:27   | Noticed an ancient lich
569580 | Zig:27   | Killed an ancient lich
569580 | Zig:27   | Killed an ancient lich
569580 | Zig:27   | Killed an ancient lich
569580 | Zig:27   | Killed an ancient lich
569580 | Zig:27   | Killed an ancient lich
569580 | Zig:27   | Killed an ancient lich
569580 | Zig:27   | Killed an ancient lich
569581 | Zig:27   | Noticed an ancient lich
569581 | Zig:27   | Noticed an ancient lich
569581 | Zig:27   | Killed an ancient lich
569581 | Zig:27   | Killed an ancient lich
569581 | Zig:27   | Killed an ancient lich
569581 | Zig:27   | Killed an ancient lich
569581 | Zig:27   | Killed an ancient lich
569581 | Zig:27   | Killed an ancient lich
569581 | Zig:27   | Killed an ancient lich
569581 | Zig:27   | Killed an ancient lich
569581 | Zig:27   | Killed an ancient lich
569581 | Zig:27   | Killed an ancient lich
569581 | Zig:27   | Killed an ancient lich
569582 | Zig:27   | Noticed an ancient lich
569582 | Zig:27   | Noticed an ancient lich
569582 | Zig:27   | Noticed an ancient lich
569582 | Zig:27   | Noticed an ancient lich
569582 | Zig:27   | Noticed an ancient lich
569583 | Zig:27   | Noticed an ancient lich
569584 | Zig:27   | Noticed an ancient lich
569584 | Zig:27   | Noticed an ancient lich
569584 | Zig:27   | Noticed an ancient lich
569585 | Zig:27   | Noticed an ancient lich
569586 | Zig:27   | Noticed an ancient lich
569586 | Zig:27   | Noticed an ancient lich
569586 | Zig:27   | Noticed an ancient lich
569586 | Zig:27   | Noticed an ancient lich
569586 | Zig:27   | Noticed an ancient lich
569586 | Zig:27   | Killed an ancient lich
569586 | Zig:27   | Killed an ancient lich
569586 | Zig:27   | Killed an ancient lich
569586 | Zig:27   | Killed an ancient lich
569587 | Zig:27   | Noticed an ancient lich
569587 | Zig:27   | Noticed an ancient lich
569587 | Zig:27   | Noticed an ancient lich
569587 | Zig:27   | Killed an ancient lich
569587 | Zig:27   | Killed an ancient lich
569587 | Zig:27   | Killed an ancient lich
569587 | Zig:27   | Killed an ancient lich
569588 | Zig:27   | Noticed an ancient lich
569588 | Zig:27   | Noticed an ancient lich
569588 | Zig:27   | Noticed an ancient lich
569588 | Zig:27   | Noticed an ancient lich
569588 | Zig:27   | Noticed an ancient lich
569588 | Zig:27   | Killed an ancient lich
569589 | Zig:27   | Noticed an ancient lich
569589 | Zig:27   | Noticed an ancient lich
569589 | Zig:27   | Noticed an ancient lich
569589 | Zig:27   | Noticed an ancient lich
569589 | Zig:27   | Noticed an ancient lich
569591 | Zig:27   | Noticed an ancient lich
569591 | Zig:27   | Noticed an ancient lich
569591 | Zig:27   | Noticed an ancient lich
569593 | Zig:27   | Noticed an ancient lich
569593 | Zig:27   | Noticed an ancient lich
569593 | Zig:27   | Noticed an ancient lich
569593 | Zig:27   | Killed an ancient lich
569593 | Zig:27   | Killed an ancient lich
569593 | Zig:27   | Killed an ancient lich
569593 | Zig:27   | Killed an ancient lich
569593 | Zig:27   | Killed an ancient lich
569593 | Zig:27   | Killed an ancient lich
569593 | Zig:27   | Killed an ancient lich
569593 | Zig:27   | Killed an ancient lich
569593 | Zig:27   | Killed an ancient lich
569593 | Zig:27   | Killed an ancient lich
569593 | Zig:27   | Killed an ancient lich
569593 | Zig:27   | Killed an ancient lich
569593 | Zig:27   | Killed an ancient lich
569593 | Zig:27   | Killed an ancient lich
569593 | Zig:27   | Killed an ancient lich
569593 | Zig:27   | Killed an ancient lich
569594 | Zig:27   | Noticed an ancient lich
569594 | Zig:27   | Noticed an ancient lich
569594 | Zig:27   | Killed an ancient lich
569595 | Zig:27   | Noticed an ancient lich
569595 | Zig:27   | Noticed an ancient lich
569595 | Zig:27   | Killed an ancient lich
569595 | Zig:27   | Killed an ancient lich
569595 | Zig:27   | Killed an ancient lich
569596 | Zig:27   | Noticed an ancient lich
569596 | Zig:27   | Killed an ancient lich
569597 | Zig:27   | Noticed an ancient lich
569597 | Zig:27   | Noticed an ancient lich
569597 | Zig:27   | Killed an ancient lich
569597 | Zig:27   | Killed an ancient lich
569597 | Zig:27   | Killed an ancient lich
569597 | Zig:27   | Killed an ancient lich
569598 | Zig:27   | Noticed an ancient lich
569598 | Zig:27   | Noticed an ancient lich
569598 | Zig:27   | Noticed an ancient lich
569598 | Zig:27   | Noticed an ancient lich
569598 | Zig:27   | Noticed an ancient lich
569598 | Zig:27   | Noticed an ancient lich
569598 | Zig:27   | Killed an ancient lich
569598 | Zig:27   | Killed an ancient lich
569598 | Zig:27   | Killed an ancient lich
569599 | Zig:27   | Noticed an ancient lich
569599 | Zig:27   | Noticed an ancient lich
569599 | Zig:27   | Noticed an ancient lich
569599 | Zig:27   | Noticed an ancient lich
569599 | Zig:27   | Killed an ancient lich
569599 | Zig:27   | Killed an ancient lich
569599 | Zig:27   | Killed an ancient lich
569600 | Zig:27   | Noticed an ancient lich
569600 | Zig:27   | Noticed an ancient lich
569600 | Zig:27   | Noticed an ancient lich
569600 | Zig:27   | Noticed an ancient lich
569601 | Zig:27   | Noticed an ancient lich
569601 | Zig:27   | Noticed an ancient lich
569601 | Zig:27   | Noticed an ancient lich
569602 | Zig:27   | Noticed an ancient lich
569602 | Zig:27   | Killed an ancient lich
569602 | Zig:27   | Killed an ancient lich
569602 | Zig:27   | Killed an ancient lich
569602 | Zig:27   | Killed an ancient lich
569602 | Zig:27   | Killed an ancient lich
569602 | Zig:27   | Killed an ancient lich
569602 | Zig:27   | Killed an ancient lich
569602 | Zig:27   | Killed an ancient lich
569602 | Zig:27   | Killed an ancient lich
569602 | Zig:27   | Killed an ancient lich
569602 | Zig:27   | Killed an ancient lich
569602 | Zig:27   | Killed an ancient lich
569602 | Zig:27   | Killed an ancient lich
569602 | Zig:27   | Killed an ancient lich
569602 | Zig:27   | Killed an ancient lich
569603 | Zig:27   | Noticed an ancient lich
569603 | Zig:27   | Noticed an ancient lich
569603 | Zig:27   | Killed an ancient lich
569603 | Zig:27   | Killed an ancient lich
569603 | Zig:27   | Killed an ancient lich
569603 | Zig:27   | Killed an ancient lich
569603 | Zig:27   | Killed an ancient lich
569603 | Zig:27   | Killed an ancient lich
569604 | Zig:27   | Noticed an ancient lich
569604 | Zig:27   | Noticed an ancient lich
569605 | Zig:27   | Noticed an ancient lich
569605 | Zig:27   | Noticed an ancient lich
569605 | Zig:27   | Noticed an ancient lich
569606 | Zig:27   | Noticed an ancient lich
569606 | Zig:27   | Noticed an ancient lich
569606 | Zig:27   | Noticed an ancient lich
569607 | Zig:27   | Killed an ancient lich
569607 | Zig:27   | Killed an ancient lich
569608 | Zig:27   | Noticed an ancient lich
569608 | Zig:27   | Noticed an ancient lich
569608 | Zig:27   | Killed an ancient lich
569608 | Zig:27   | Killed an ancient lich
569608 | Zig:27   | Killed an ancient lich
569609 | Zig:27   | Noticed an ancient lich
569609 | Zig:27   | Noticed an ancient lich
569609 | Zig:27   | Noticed an ancient lich
569609 | Zig:27   | Noticed an ancient lich
569609 | Zig:27   | Noticed an ancient lich
569609 | Zig:27   | Noticed an ancient lich
569609 | Zig:27   | Noticed an ancient lich
569609 | Zig:27   | Killed an ancient lich
569610 | Zig:27   | Noticed an ancient lich
569610 | Zig:27   | Noticed an ancient lich
569610 | Zig:27   | Noticed an ancient lich
569610 | Zig:27   | Noticed an ancient lich
569610 | Zig:27   | Noticed an ancient lich
569610 | Zig:27   | Noticed an ancient lich
569610 | Zig:27   | Noticed an ancient lich
569610 | Zig:27   | Noticed an ancient lich
569611 | Zig:27   | Noticed an ancient lich
569611 | Zig:27   | Noticed an ancient lich
569611 | Zig:27   | Noticed an ancient lich
569611 | Zig:27   | Noticed an ancient lich
569612 | Zig:27   | Noticed an ancient lich
569612 | Zig:27   | Noticed an ancient lich
569612 | Zig:27   | Noticed an ancient lich
569612 | Zig:27   | Killed an ancient lich
569612 | Zig:27   | Killed an ancient lich
569612 | Zig:27   | Killed an ancient lich
569612 | Zig:27   | Killed an ancient lich
569612 | Zig:27   | Killed an ancient lich
569612 | Zig:27   | Killed an ancient lich
569612 | Zig:27   | Killed an ancient lich
569612 | Zig:27   | Killed an ancient lich
569612 | Zig:27   | Killed an ancient lich
569612 | Zig:27   | Killed an ancient lich
569612 | Zig:27   | Killed an ancient lich
569612 | Zig:27   | Killed an ancient lich
569612 | Zig:27   | Killed an ancient lich
569612 | Zig:27   | Killed an ancient lich
569613 | Zig:27   | Killed an ancient lich
569613 | Zig:27   | Killed an ancient lich
569613 | Zig:27   | Killed an ancient lich
569613 | Zig:27   | Killed an ancient lich
569613 | Zig:27   | Killed an ancient lich
569613 | Zig:27   | Killed an ancient lich
569613 | Zig:27   | Killed an ancient lich
569613 | Zig:27   | Killed an ancient lich
569613 | Zig:27   | Killed an ancient lich
569613 | Zig:27   | Killed an ancient lich
569615 | Zig:27   | Noticed an ancient lich
569615 | Zig:27   | Killed an ancient lich
569615 | Zig:27   | Killed an ancient lich
569615 | Zig:27   | Killed an ancient lich
569616 | Zig:27   | Noticed an ancient lich
569617 | Zig:27   | Noticed an ancient lich
569618 | Zig:27   | Noticed an ancient lich
569619 | Zig:27   | Noticed an ancient lich
569619 | Zig:27   | Noticed an ancient lich
569619 | Zig:27   | Noticed an ancient lich
569619 | Zig:27   | Noticed an ancient lich
569619 | Zig:27   | Noticed an ancient lich
569619 | Zig:27   | Killed an ancient lich
569620 | Zig:27   | Noticed an ancient lich
569620 | Zig:27   | Noticed an ancient lich
569620 | Zig:27   | Noticed an ancient lich
569621 | Zig:27   | Noticed an ancient lich
569621 | Zig:27   | Killed an ancient lich
569621 | Zig:27   | Killed an ancient lich
569621 | Zig:27   | Killed an ancient lich
569621 | Zig:27   | Killed an ancient lich
569621 | Zig:27   | Killed an ancient lich
569621 | Zig:27   | Killed an ancient lich
569621 | Zig:27   | Killed an ancient lich
569621 | Zig:27   | Killed an ancient lich
569622 | Zig:27   | Killed an ancient lich
569622 | Zig:27   | Killed an ancient lich
569622 | Zig:27   | Killed an ancient lich
569622 | Zig:27   | Killed an ancient lich
569623 | Zig:27   | Noticed an ancient lich
569624 | Zig:27   | Noticed an ancient lich
569626 | Zig:27   | Killed an ancient lich
569628 | Zig:27   | Killed an ancient lich
569657 | Zig:27   | Got a fine granite ring
569660 | Zig:27   | Identified the ring "Pytyelogg" {+Fly rF+ AC+3 Stlth+} (You found it on level 27 of a ziggurat)
569681 | Zig:27   | Got a pitted wooden ring
569773 | Zig:27   | Identified the ring of Hufempi {rC+ SInv} (You found it on level 27 of a ziggurat)
569909 | Zig:27   | Got a twitching jade amulet
569971 | Zig:27   | Identified the amulet "Pesyepaf" {Harm *Drain MP-9 Int+8 Dex+4} (You found it on level 27 of a ziggurat)
569972 | Zig:27   | Identified the cursed +0 demon blade "Goesy" {pain, rPois Dex-4 SInv} (You found it on level 27 of a ziggurat)
570013 | Depths:2 | Identified the +2 cloak of Diuc Cuf {Int+7} (You acquired it on level 2 of the Depths)
570014 | Depths:2 | Identified the +3 pair of boots of the Empire {rElec Int+7} (You acquired it on level 2 of the Depths)
570089 | Zig:1    | Entered Level 1 of a ziggurat
570089 | Zig:1    | Noticed Hohul the pandemonium lord
570089 | Zig:1    | Noticed Pyutuxab the pandemonium lord
570089 | Zig:1    | Noticed Caiklull the pandemonium lord
570089 | Zig:1    | Noticed Guhoabuo the pandemonium lord
570089 | Zig:1    | Noticed Ijuof the pandemonium lord
570089 | Zig:1    | Noticed Xalum the pandemonium lord
570089 | Zig:1    | Noticed Empuom the pandemonium lord
570089 | Zig:1    | Noticed Jaclargh the pandemonium lord
570089 | Zig:1    | Noticed Usoib the pandemonium lord
570089 | Zig:1    | Noticed Xiusaan the pandemonium lord
570089 | Zig:1    | Noticed Hikhal the pandemonium lord
570089 | Zig:1    | Noticed Xuc Dabbeo the pandemonium lord
570089 | Zig:1    | Noticed Leatwuah the pandemonium lord
570089 | Zig:1    | Noticed Hugudwid the pandemonium lord
570089 | Zig:1    | Noticed Sotsi the pandemonium lord
570089 | Zig:1    | Noticed Boik the pandemonium lord
570091 | Zig:1    | Noticed Voujoh the pandemonium lord
570091 | Zig:1    | Noticed Goquid the pandemonium lord
570092 | Zig:1    | Noticed Botyaqy the pandemonium lord
570092 | Zig:1    | Noticed Weqo the pandemonium lord
570092 | Zig:1    | Killed Xuc Dabbeo the pandemonium lord
570092 | Zig:1    | Killed Caiklull the pandemonium lord
570093 | Zig:1    | Killed Botyaqy the pandemonium lord
570094 | Zig:1    | Killed Xalum the pandemonium lord
570095 | Zig:1    | Noticed Jeopn the pandemonium lord
570095 | Zig:1    | Noticed Symiur the pandemonium lord
570095 | Zig:1    | Noticed Etoinnog the pandemonium lord
570095 | Zig:1    | Killed Hugudwid the pandemonium lord
570095 | Zig:1    | Killed Leatwuah the pandemonium lord
570096 | Zig:1    | Killed Hohul the pandemonium lord
570096 | Zig:1    | Killed Voujoh the pandemonium lord
570096 | Zig:1    | Killed Symiur the pandemonium lord
570096 | Zig:1    | Killed Ijuof the pandemonium lord
570096 | Zig:1    | Killed Weqo the pandemonium lord
570096 | Zig:1    | Killed Empuom the pandemonium lord
570096 | Zig:1    | Killed Usoib the pandemonium lord
570096 | Zig:1    | Killed Sotsi the pandemonium lord
570096 | Zig:1    | Killed Xiusaan the pandemonium lord
570096 | Zig:1    | Killed Hikhal the pandemonium lord
570096 | Zig:1    | Killed Boik the pandemonium lord
570096 | Zig:1    | Killed Jeopn the pandemonium lord
570097 | Zig:1    | Noticed Lerourghi the pandemonium lord
570099 | Zig:1    | Killed Jaclargh the pandemonium lord
570101 | Zig:1    | Killed Etoinnog the pandemonium lord
570109 | Zig:1    | Killed Guhoabuo the pandemonium lord
570109 | Zig:1    | Killed Goquid the pandemonium lord
570109 | Zig:1    | Killed Pyutuxab the pandemonium lord
570110 | Zig:1    | Killed Lerourghi the pandemonium lord
570176 | Zig:2    | Entered Level 2 of a ziggurat
570229 | Zig:3    | Entered Level 3 of a ziggurat
570229 | Zig:3    | Noticed an ancient lich
570231 | Zig:3    | Noticed an ancient lich
570231 | Zig:3    | Noticed an ancient lich
570231 | Zig:3    | Killed an ancient lich
570232 | Zig:3    | Noticed an ancient lich
570234 | Zig:3    | Killed an ancient lich
570237 | Zig:3    | Killed an ancient lich
570238 | Zig:3    | Noticed an ancient lich
570239 | Zig:3    | Killed an ancient lich
570241 | Zig:3    | Killed an ancient lich
570304 | Zig:4    | Entered Level 4 of a ziggurat
570304 | Zig:4    | Noticed a juggernaut
570304 | Zig:4    | Noticed a juggernaut
570304 | Zig:4    | Noticed a juggernaut
570304 | Zig:4    | Noticed a juggernaut
570304 | Zig:4    | Noticed a juggernaut
570304 | Zig:4    | Noticed a juggernaut
570307 | Zig:4    | Noticed a juggernaut
570309 | Zig:4    | Noticed a juggernaut
570316 | Zig:4    | Noticed a juggernaut
570316 | Zig:4    | Killed a juggernaut
570316 | Zig:4    | Killed a juggernaut
570316 | Zig:4    | Killed a juggernaut
570316 | Zig:4    | Killed a juggernaut
570316 | Zig:4    | Killed a juggernaut
570316 | Zig:4    | Killed a juggernaut
570316 | Zig:4    | Killed a juggernaut
570316 | Zig:4    | Killed a juggernaut
570325 | Zig:4    | Killed a juggernaut
570385 | Zig:5    | Entered Level 5 of a ziggurat
570434 | Zig:5    | Identified the Papyrus of Clay and Good Luck
570438 | Zig:5    | Got a wavering ivory amulet
570439 | Zig:5    | Identified the amulet of Noremnidia {RegenMP rC+ Str+2} (You found it on level 5 of a ziggurat)
570486 | Zig:6    | Entered Level 6 of a ziggurat
570588 | Zig:7    | Entered Level 7 of a ziggurat
570604 | Zig:7    | Noticed Leorch the pandemonium lord
570625 | Zig:7    | Killed Leorch the pandemonium lord
570683 | Zig:8    | Entered Level 8 of a ziggurat
570683 | Zig:8    | Noticed a greater mummy
570683 | Zig:8    | Noticed a greater mummy
570683 | Zig:8    | Noticed a greater mummy
570683 | Zig:8    | Noticed a greater mummy
570683 | Zig:8    | Noticed a greater mummy
570683 | Zig:8    | Noticed a greater mummy
570683 | Zig:8    | Noticed a greater mummy
570683 | Zig:8    | Noticed a greater mummy
570683 | Zig:8    | Noticed a greater mummy
570683 | Zig:8    | Noticed a greater mummy
570685 | Zig:8    | Noticed a greater mummy
570685 | Zig:8    | Killed a greater mummy
570685 | Zig:8    | Killed a greater mummy
570685 | Zig:8    | Killed a greater mummy
570685 | Zig:8    | Killed a greater mummy
570685 | Zig:8    | Killed a greater mummy
570686 | Zig:8    | Noticed a greater mummy
570686 | Zig:8    | Noticed a greater mummy
570686 | Zig:8    | Noticed a greater mummy
570687 | Zig:8    | Noticed a greater mummy
570687 | Zig:8    | Killed a greater mummy
570688 | Zig:8    | Killed a greater mummy
570688 | Zig:8    | Killed a greater mummy
570688 | Zig:8    | Killed a greater mummy
570688 | Zig:8    | Killed a greater mummy
570689 | Zig:8    | Noticed a greater mummy
570689 | Zig:8    | Killed a greater mummy
570690 | Zig:8    | Noticed a greater mummy
570691 | Zig:8    | Noticed a greater mummy
570691 | Zig:8    | Noticed a greater mummy
570691 | Zig:8    | Noticed a greater mummy
570692 | Zig:8    | Noticed a greater mummy
570692 | Zig:8    | Noticed a greater mummy
570693 | Zig:8    | Killed a greater mummy
570693 | Zig:8    | Killed a greater mummy
570693 | Zig:8    | Killed a greater mummy
570694 | Zig:8    | Killed a greater mummy
570694 | Zig:8    | Killed a greater mummy
570694 | Zig:8    | Killed a greater mummy
570694 | Zig:8    | Killed a greater mummy
570694 | Zig:8    | Killed a greater mummy
570695 | Zig:8    | Killed a greater mummy
570695 | Zig:8    | Killed a greater mummy
570696 | Zig:8    | Killed a greater mummy
570743 | Zig:9    | Entered Level 9 of a ziggurat
570743 | Zig:9    | Noticed an ancient lich
570743 | Zig:9    | Noticed an ancient lich
570743 | Zig:9    | Noticed an ancient lich
570743 | Zig:9    | Noticed an ancient lich
570743 | Zig:9    | Noticed an ancient lich
570743 | Zig:9    | Noticed an ancient lich
570743 | Zig:9    | Noticed an ancient lich
570743 | Zig:9    | Noticed an ancient lich
570743 | Zig:9    | Noticed an ancient lich
570743 | Zig:9    | Noticed an ancient lich
570743 | Zig:9    | Noticed an ancient lich
570743 | Zig:9    | Noticed an ancient lich
570744 | Zig:9    | Killed an ancient lich
570744 | Zig:9    | Killed an ancient lich
570744 | Zig:9    | Killed an ancient lich
570744 | Zig:9    | Killed an ancient lich
570744 | Zig:9    | Killed an ancient lich
570745 | Zig:9    | Killed an ancient lich
570745 | Zig:9    | Killed an ancient lich
570745 | Zig:9    | Killed an ancient lich
570745 | Zig:9    | Killed an ancient lich
570745 | Zig:9    | Killed an ancient lich
570745 | Zig:9    | Killed an ancient lich
570747 | Zig:9    | Noticed an ancient lich
570747 | Zig:9    | Killed an ancient lich
570748 | Zig:9    | Noticed an ancient lich
570748 | Zig:9    | Noticed an ancient lich
570749 | Zig:9    | Noticed an ancient lich
570749 | Zig:9    | Noticed an ancient lich
570749 | Zig:9    | Noticed an ancient lich
570750 | Zig:9    | Noticed an ancient lich
570750 | Zig:9    | Noticed an ancient lich
570750 | Zig:9    | Noticed an ancient lich
570751 | Zig:9    | Noticed an ancient lich
570751 | Zig:9    | Noticed an ancient lich
570751 | Zig:9    | Noticed an ancient lich
570751 | Zig:9    | Noticed an ancient lich
570751 | Zig:9    | Noticed an ancient lich
570751 | Zig:9    | Noticed an ancient lich
570751 | Zig:9    | Noticed an ancient lich
570751 | Zig:9    | Killed an ancient lich
570751 | Zig:9    | Killed an ancient lich
570752 | Zig:9    | Noticed an ancient lich
570752 | Zig:9    | Noticed an ancient lich
570753 | Zig:9    | Noticed an ancient lich
570753 | Zig:9    | Noticed an ancient lich
570755 | Zig:9    | Killed an ancient lich
570755 | Zig:9    | Killed an ancient lich
570755 | Zig:9    | Killed an ancient lich
570755 | Zig:9    | Killed an ancient lich
570755 | Zig:9    | Killed an ancient lich
570755 | Zig:9    | Killed an ancient lich
570755 | Zig:9    | Killed an ancient lich
570755 | Zig:9    | Killed an ancient lich
570755 | Zig:9    | Killed an ancient lich
570755 | Zig:9    | Killed an ancient lich
570755 | Zig:9    | Killed an ancient lich
570755 | Zig:9    | Killed an ancient lich
570756 | Zig:9    | Killed an ancient lich
570756 | Zig:9    | Killed an ancient lich
570756 | Zig:9    | Killed an ancient lich
570756 | Zig:9    | Killed an ancient lich
570756 | Zig:9    | Killed an ancient lich
570756 | Zig:9    | Killed an ancient lich
570759 | Zig:9    | Noticed an ancient lich
570760 | Zig:9    | Noticed an ancient lich
570762 | Zig:9    | Killed an ancient lich
570764 | Zig:9    | Killed an ancient lich
570776 | Zig:9    | Got a steaming copper ring
570778 | Zig:9    | Identified the ring "Kyifoog" {Wiz Int+2 Dex+4} (You found it on level 9 of a ziggurat)
570845 | Zig:9    | Identified the +1 pair of boots of Tartarus {+Fly rElec Int+2} (You found it on level 9 of a ziggurat)
570870 | Zig:10   | Entered Level 10 of a ziggurat
570870 | Zig:10   | Noticed an ancient lich
570870 | Zig:10   | Noticed an ancient lich
570870 | Zig:10   | Noticed an ancient lich
570870 | Zig:10   | Noticed an ancient lich
570870 | Zig:10   | Noticed an ancient lich
570870 | Zig:10   | Noticed an ancient lich
570870 | Zig:10   | Noticed an ancient lich
570870 | Zig:10   | Noticed an ancient lich
570870 | Zig:10   | Noticed an ancient lich
570870 | Zig:10   | Noticed an ancient lich
570870 | Zig:10   | Noticed an ancient lich
570871 | Zig:10   | Killed an ancient lich
570871 | Zig:10   | Killed an ancient lich
570871 | Zig:10   | Killed an ancient lich
570871 | Zig:10   | Killed an ancient lich
570871 | Zig:10   | Killed an ancient lich
570872 | Zig:10   | Noticed an ancient lich
570872 | Zig:10   | Killed an ancient lich
570872 | Zig:10   | Killed an ancient lich
570872 | Zig:10   | Killed an ancient lich
570872 | Zig:10   | Killed an ancient lich
570872 | Zig:10   | Killed an ancient lich
570873 | Zig:10   | Noticed an ancient lich
570874 | Zig:10   | Killed an ancient lich
570875 | Zig:10   | Noticed an ancient lich
570876 | Zig:10   | Killed an ancient lich
570877 | Zig:10   | Noticed an ancient lich
570877 | Zig:10   | Noticed an ancient lich
570878 | Zig:10   | Noticed an ancient lich
570878 | Zig:10   | Noticed an ancient lich
570878 | Zig:10   | Noticed an ancient lich
570878 | Zig:10   | Noticed an ancient lich
570878 | Zig:10   | Noticed an ancient lich
570878 | Zig:10   | Noticed an ancient lich
570878 | Zig:10   | Noticed an ancient lich
570879 | Zig:10   | Noticed an ancient lich
570879 | Zig:10   | Noticed an ancient lich
570879 | Zig:10   | Noticed an ancient lich
570879 | Zig:10   | Noticed an ancient lich
570879 | Zig:10   | Noticed an ancient lich
570879 | Zig:10   | Noticed an ancient lich
570879 | Zig:10   | Noticed an ancient lich
570880 | Zig:10   | Noticed an ancient lich
570880 | Zig:10   | Noticed an ancient lich
570880 | Zig:10   | Noticed an ancient lich
570881 | Zig:10   | Noticed an ancient lich
570881 | Zig:10   | Killed an ancient lich
570881 | Zig:10   | Killed an ancient lich
570881 | Zig:10   | Killed an ancient lich
570881 | Zig:10   | Killed an ancient lich
570881 | Zig:10   | Killed an ancient lich
570881 | Zig:10   | Killed an ancient lich
570881 | Zig:10   | Killed an ancient lich
570881 | Zig:10   | Killed an ancient lich
570881 | Zig:10   | Killed an ancient lich
570881 | Zig:10   | Killed an ancient lich
570881 | Zig:10   | Killed an ancient lich
570881 | Zig:10   | Killed an ancient lich
570881 | Zig:10   | Killed an ancient lich
570882 | Zig:10   | Noticed an ancient lich
570883 | Zig:10   | Killed an ancient lich
570883 | Zig:10   | Killed an ancient lich
570883 | Zig:10   | Killed an ancient lich
570883 | Zig:10   | Killed an ancient lich
570883 | Zig:10   | Killed an ancient lich
570883 | Zig:10   | Killed an ancient lich
570883 | Zig:10   | Killed an ancient lich
570883 | Zig:10   | Killed an ancient lich
570883 | Zig:10   | Killed an ancient lich
570883 | Zig:10   | Noticed an ancient lich
570884 | Zig:10   | Noticed an ancient lich
570886 | Zig:10   | Killed an ancient lich
570889 | Zig:10   | Killed an ancient lich
570889 | Zig:10   | Killed an ancient lich
570913 | Zig:10   | Identified the Disquisition on Unstable Toxins
570931 | Zig:10   | Identified the Disquisition on Blows and Bruises and Darkness
570974 | Zig:11   | Entered Level 11 of a ziggurat
570974 | Zig:11   | Noticed a greater mummy
570974 | Zig:11   | Noticed a greater mummy
570974 | Zig:11   | Noticed a greater mummy
570974 | Zig:11   | Noticed a greater mummy
570974 | Zig:11   | Noticed a greater mummy
570974 | Zig:11   | Noticed a greater mummy
570974 | Zig:11   | Noticed a greater mummy
570976 | Zig:11   | Killed a greater mummy
570977 | Zig:11   | Killed a greater mummy
570977 | Zig:11   | Killed a greater mummy
570978 | Zig:11   | Killed a greater mummy
570978 | Zig:11   | Killed a greater mummy
570978 | Zig:11   | Killed a greater mummy
570979 | Zig:11   | Noticed a greater mummy
570979 | Zig:11   | Noticed a greater mummy
570979 | Zig:11   | Killed a greater mummy
570980 | Zig:11   | Noticed an ancient lich
570980 | Zig:11   | Noticed a greater mummy
570980 | Zig:11   | Killed an ancient lich
570982 | Zig:11   | Noticed a greater mummy
570982 | Zig:11   | Noticed a greater mummy
570982 | Zig:11   | Noticed a greater mummy
570982 | Zig:11   | Killed a greater mummy
570982 | Zig:11   | Killed a greater mummy
570984 | Zig:11   | Noticed a greater mummy
570984 | Zig:11   | Killed a greater mummy
570985 | Zig:11   | Noticed a greater mummy
570985 | Zig:11   | Killed a greater mummy
570985 | Zig:11   | Killed a greater mummy
570986 | Zig:11   | Noticed a greater mummy
570986 | Zig:11   | Noticed a greater mummy
570986 | Zig:11   | Killed a greater mummy
570987 | Zig:11   | Noticed a greater mummy
570987 | Zig:11   | Noticed a greater mummy
570987 | Zig:11   | Noticed a greater mummy
570988 | Zig:11   | Noticed a greater mummy
570988 | Zig:11   | Killed a greater mummy
570988 | Zig:11   | Killed a greater mummy
570989 | Zig:11   | Killed a greater mummy
570989 | Zig:11   | Killed a greater mummy
570989 | Zig:11   | Killed a greater mummy
570989 | Zig:11   | Killed a greater mummy
570990 | Zig:11   | Killed a greater mummy
570991 | Zig:11   | Noticed a greater mummy
570991 | Zig:11   | Killed a greater mummy
570994 | Zig:11   | Noticed a greater mummy
570994 | Zig:11   | Noticed a greater mummy
570996 | Zig:11   | Killed a greater mummy
570997 | Zig:11   | Killed a greater mummy
570998 | Zig:11   | Killed a greater mummy
571063 | Zig:12   | Entered Level 12 of a ziggurat
571180 | Zig:12   | Got a smoking lead amulet
571236 | Zig:13   | Entered Level 13 of a ziggurat
571253 | Zig:13   | Noticed Rafiaduega the pandemonium lord
571258 | Zig:13   | Killed Rafiaduega the pandemonium lord
571305 | Zig:13   | Got a faintly glowing jade ring
571307 | Zig:13   | Identified the ring "Uthiforgh" {*Slow rPois Str+4 Stlth+} (You found it on level 13 of a ziggurat)
571326 | Zig:13   | Got a crude ruby amulet
571327 | Zig:13   | Identified the amulet "Zaalehyr" {RegenMP MR+ Str-3 SInv} (You found it on level 13 of a ziggurat)
571404 | Zig:14   | Entered Level 14 of a ziggurat
571514 | Zig:14   | Identified the Grimoire of Stones and Poison
571604 | Zig:15   | Entered Level 15 of a ziggurat
571604 | Zig:15   | Noticed an ancient lich
571604 | Zig:15   | Noticed an ancient lich
571604 | Zig:15   | Noticed an ancient lich
571604 | Zig:15   | Noticed an ancient lich
571604 | Zig:15   | Noticed an ancient lich
571604 | Zig:15   | Noticed an ancient lich
571604 | Zig:15   | Noticed an ancient lich
571604 | Zig:15   | Noticed an ancient lich
571604 | Zig:15   | Noticed an ancient lich
571605 | Zig:15   | Killed an ancient lich
571605 | Zig:15   | Killed an ancient lich
571605 | Zig:15   | Killed an ancient lich
571605 | Zig:15   | Killed an ancient lich
571606 | Zig:15   | Noticed an ancient lich
571606 | Zig:15   | Noticed an ancient lich
571606 | Zig:15   | Noticed an ancient lich
571606 | Zig:15   | Noticed an ancient lich
571606 | Zig:15   | Killed an ancient lich
571606 | Zig:15   | Killed an ancient lich
571606 | Zig:15   | Killed an ancient lich
571606 | Zig:15   | Killed an ancient lich
571606 | Zig:15   | Killed an ancient lich
571606 | Zig:15   | Killed an ancient lich
571606 | Zig:15   | Killed an ancient lich
571606 | Zig:15   | Killed an ancient lich
571607 | Zig:15   | Noticed an ancient lich
571608 | Zig:15   | Noticed an ancient lich
571609 | Zig:15   | Noticed an ancient lich
571609 | Zig:15   | Killed an ancient lich
571611 | Zig:15   | Noticed an ancient lich
571612 | Zig:15   | Killed an ancient lich
571615 | Zig:15   | Noticed an ancient lich
571615 | Zig:15   | Killed an ancient lich
571615 | Zig:15   | Killed an ancient lich
571615 | Zig:15   | Killed an ancient lich
571616 | Zig:15   | Noticed an ancient lich
571616 | Zig:15   | Noticed an ancient lich
571616 | Zig:15   | Killed an ancient lich
571616 | Zig:15   | Killed an ancient lich
571617 | Zig:15   | Noticed an ancient lich
571617 | Zig:15   | Noticed an ancient lich
571617 | Zig:15   | Noticed an ancient lich
571617 | Zig:15   | Noticed an ancient lich
571620 | Zig:15   | Killed an ancient lich
571621 | Zig:15   | Noticed an ancient lich
571621 | Zig:15   | Killed an ancient lich
571621 | Zig:15   | Killed an ancient lich
571621 | Zig:15   | Killed an ancient lich
571621 | Zig:15   | Killed an ancient lich
571621 | Zig:15   | Killed an ancient lich
571622 | Zig:15   | Noticed an ancient lich
571622 | Zig:15   | Noticed an ancient lich
571622 | Zig:15   | Noticed an ancient lich
571623 | Zig:15   | Noticed an ancient lich
571623 | Zig:15   | Noticed an ancient lich
571623 | Zig:15   | Noticed an ancient lich
571624 | Zig:15   | Noticed an ancient lich
571624 | Zig:15   | Noticed an ancient lich
571625 | Zig:15   | Noticed an ancient lich
571626 | Zig:15   | Noticed an ancient lich
571626 | Zig:15   | Noticed an ancient lich
571627 | Zig:15   | Killed an ancient lich
571627 | Zig:15   | Killed an ancient lich
571627 | Zig:15   | Killed an ancient lich
571627 | Zig:15   | Killed an ancient lich
571627 | Zig:15   | Killed an ancient lich
571627 | Zig:15   | Killed an ancient lich
571627 | Zig:15   | Killed an ancient lich
571627 | Zig:15   | Killed an ancient lich
571627 | Zig:15   | Killed an ancient lich
571627 | Zig:15   | Killed an ancient lich
571628 | Zig:15   | Noticed an ancient lich
571628 | Zig:15   | Noticed an ancient lich
571629 | Zig:15   | Noticed an ancient lich
571629 | Zig:15   | Noticed an ancient lich
571630 | Zig:15   | Killed an ancient lich
571630 | Zig:15   | Killed an ancient lich
571630 | Zig:15   | Killed an ancient lich
571632 | Zig:15   | Killed an ancient lich
571633 | Zig:15   | Killed an ancient lich
571646 | Zig:15   | Got a shimmering platinum amulet
571647 | Zig:15   | Identified the amulet "Redam" {Gourm rElec rN++ MP-9 Dex+2} (You found it on level 15 of a ziggurat)
571721 | Zig:15   | Got a wavering copper ring
571723 | Zig:15   | Identified the ring "Osumaruri" {*Tele rN++ Dex-4} (You found it on level 15 of a ziggurat)
571767 | Zig:16   | Entered Level 16 of a ziggurat
571796 | Zig:16   | Noticed Fepud the pandemonium lord
571800 | Zig:16   | Killed Fepud the pandemonium lord
571896 | Zig:16   | Got a brightly glowing copper ring
571898 | Zig:16   | Identified the ring of Ozxit {Str+2 Int+4 Dex+5} (You found it on level 16 of a ziggurat)
571958 | Zig:16   | Identified the +1 cloak "Suam" {rElec rC- rN+} (You found it on level 16 of a ziggurat)
571987 | Zig:17   | Entered Level 17 of a ziggurat
572019 | Zig:17   | Got a clouded silver ring
572021 | Zig:17   | Identified the ring "Batrot" {Ice +Fly rElec Stlth+} (You found it on level 17 of a ziggurat)
572025 | Zig:17   | Identified Cakisas's Catalogue of the Twisted Birds
572031 | Zig:17   | Got a clouded golden ring
572032 | Zig:17   | Identified the ring of Ybuwufol {-Tele +Inv Str+2 Dex+4} (You found it on level 17 of a ziggurat)
572200 | Zig:18   | Entered Level 18 of a ziggurat
572327 | Zig:18   | Got a clouded ivory ring
572329 | Zig:18   | Identified the ring of the Immovable Beggars {*Drain rPois rC+++ Dex+3 Stlth+} (You found it on level 18 of a ziggurat)
572332 | Zig:18   | Identified the amulet "Lucas" {Spirit *Corrode rF+++ rC+} (You found it on level 12 of a ziggurat)
572333 | Zig:18   | Identified the Tome of Conjuration
572403 | Zig:18   | Identified Vidgheph's Tome of Assistive Evil Secrets
572405 | Zig:18   | Got a pitted marble ring
572406 | Zig:18   | Identified the ring "Malefyan" {*Tele rPois MR+ Str+3} (You found it on level 18 of a ziggurat)
572416 | Zig:18   | Identified the +6 broad axe "Mabriyke" {drain, Fragile Dex+3} (You found it on level 18 of a ziggurat)
572433 | Zig:18   | Identified the cursed +0 large shield of Xetu {Str+3} (You took it off a daeva on level 18 of a ziggurat)
572448 | Zig:18   | Identified the +4 large shield of Locorao {*Contam rPois rC+ rN+ Dex+3} (You took it off a daeva on level 18 of a ziggurat)
572449 | Zig:18   | Identified the +4 large shield of Joyfutwi {*Contam rN+ Stlth+} (You took it off a daeva on level 18 of a ziggurat)
572467 | Zig:18   | Identified the cursed +0 large shield "Darogotz" {*Drain Str+10 Dex+4} (You took it off a daeva on level 18 of a ziggurat)
572472 | Zig:18   | Identified the cursed -3 large shield of Miracles {+Fly rF+ Dex+3} (You took it off a daeva on level 18 of a ziggurat)
572484 | Zig:18   | Identified the +1 large shield of the Doge {SInv} (You took it off a daeva on level 18 of a ziggurat)
572490 | Zig:18   | Identified the +0 large shield of Lilacs {Str+5} (You took it off a daeva on level 18 of a ziggurat)
572506 | Zig:18   | Identified the cursed +0 broad axe of Pyromania {vamp, Str+4} (You found it on level 18 of a ziggurat)
572530 | Zig:18   | Identified the Incunabulum of Evil Secrets
572544 | Zig:19   | Entered Level 19 of a ziggurat
572544 | Zig:19   | Noticed a juggernaut
572544 | Zig:19   | Noticed a juggernaut
572544 | Zig:19   | Noticed a juggernaut
572544 | Zig:19   | Noticed a juggernaut
572544 | Zig:19   | Noticed a juggernaut
572544 | Zig:19   | Noticed a juggernaut
572544 | Zig:19   | Noticed a juggernaut
572544 | Zig:19   | Noticed a juggernaut
572544 | Zig:19   | Noticed a juggernaut
572544 | Zig:19   | Noticed a juggernaut
572550 | Zig:19   | Killed a juggernaut
572550 | Zig:19   | Killed a juggernaut
572550 | Zig:19   | Killed a juggernaut
572550 | Zig:19   | Killed a juggernaut
572550 | Zig:19   | Killed a juggernaut
572550 | Zig:19   | Killed a juggernaut
572550 | Zig:19   | Killed a juggernaut
572550 | Zig:19   | Killed a juggernaut
572550 | Zig:19   | Killed a juggernaut
572550 | Zig:19   | Killed a juggernaut
572551 | Zig:19   | Noticed a juggernaut
572551 | Zig:19   | Noticed a juggernaut
572551 | Zig:19   | Noticed a juggernaut
572551 | Zig:19   | Noticed a juggernaut
572551 | Zig:19   | Noticed a juggernaut
572551 | Zig:19   | Noticed a juggernaut
572551 | Zig:19   | Noticed a juggernaut
572552 | Zig:19   | Noticed a juggernaut
572552 | Zig:19   | Noticed a juggernaut
572552 | Zig:19   | Noticed a juggernaut
572552 | Zig:19   | Noticed a juggernaut
572554 | Zig:19   | Noticed a juggernaut
572556 | Zig:19   | Noticed a juggernaut
572558 | Zig:19   | Noticed a juggernaut
572560 | Zig:19   | Killed a juggernaut
572560 | Zig:19   | Killed a juggernaut
572560 | Zig:19   | Killed a juggernaut
572560 | Zig:19   | Killed a juggernaut
572560 | Zig:19   | Killed a juggernaut
572560 | Zig:19   | Killed a juggernaut
572560 | Zig:19   | Killed a juggernaut
572560 | Zig:19   | Killed a juggernaut
572560 | Zig:19   | Killed a juggernaut
572560 | Zig:19   | Killed a juggernaut
572560 | Zig:19   | Killed a juggernaut
572560 | Zig:19   | Killed a juggernaut
572560 | Zig:19   | Killed a juggernaut
572561 | Zig:19   | Noticed a juggernaut
572561 | Zig:19   | Noticed a juggernaut
572561 | Zig:19   | Noticed a juggernaut
572562 | Zig:19   | Noticed a juggernaut
572562 | Zig:19   | Noticed a juggernaut
572562 | Zig:19   | Noticed a juggernaut
572563 | Zig:19   | Noticed a juggernaut
572564 | Zig:19   | Noticed a juggernaut
572565 | Zig:19   | Noticed a juggernaut
572565 | Zig:19   | Killed a juggernaut
572565 | Zig:19   | Killed a juggernaut
572565 | Zig:19   | Killed a juggernaut
572565 | Zig:19   | Killed a juggernaut
572565 | Zig:19   | Killed a juggernaut
572565 | Zig:19   | Killed a juggernaut
572565 | Zig:19   | Killed a juggernaut
572565 | Zig:19   | Killed a juggernaut
572566 | Zig:19   | Noticed a juggernaut
572566 | Zig:19   | Noticed a juggernaut
572566 | Zig:19   | Noticed a juggernaut
572566 | Zig:19   | Noticed a juggernaut
572566 | Zig:19   | Noticed a juggernaut
572566 | Zig:19   | Noticed a juggernaut
572566 | Zig:19   | Noticed a juggernaut
572566 | Zig:19   | Noticed a juggernaut
572566 | Zig:19   | Noticed a juggernaut
572566 | Zig:19   | Noticed a juggernaut
572567 | Zig:19   | Noticed a juggernaut
572567 | Zig:19   | Noticed a juggernaut
572567 | Zig:19   | Noticed a juggernaut
572568 | Zig:19   | Noticed a juggernaut
572568 | Zig:19   | Noticed a juggernaut
572569 | Zig:19   | Noticed a juggernaut
572570 | Zig:19   | Killed a juggernaut
572570 | Zig:19   | Killed a juggernaut
572570 | Zig:19   | Killed a juggernaut
572570 | Zig:19   | Killed a juggernaut
572570 | Zig:19   | Killed a juggernaut
572570 | Zig:19   | Killed a juggernaut
572570 | Zig:19   | Killed a juggernaut
572570 | Zig:19   | Killed a juggernaut
572570 | Zig:19   | Killed a juggernaut
572570 | Zig:19   | Killed a juggernaut
572570 | Zig:19   | Killed a juggernaut
572570 | Zig:19   | Killed a juggernaut
572570 | Zig:19   | Killed a juggernaut
572570 | Zig:19   | Killed a juggernaut
572570 | Zig:19   | Killed a juggernaut
572570 | Zig:19   | Killed a juggernaut
572570 | Zig:19   | Killed a juggernaut
572571 | Zig:19   | Noticed a juggernaut
572571 | Zig:19   | Noticed a juggernaut
572571 | Zig:19   | Noticed a juggernaut
572571 | Zig:19   | Noticed a juggernaut
572581 | Zig:19   | Killed a juggernaut
572581 | Zig:19   | Killed a juggernaut
572581 | Zig:19   | Killed a juggernaut
572581 | Zig:19   | Killed a juggernaut
572581 | Zig:19   | Killed a juggernaut
572596 | Zig:19   | Identified the Volume of Stolen Souls
572657 | Zig:19   | Identified the Reference Book on Poisonous Necromancy
572659 | Zig:19   | Got a glittering pewter ring
572661 | Zig:19   | Identified the ring "Bypemut" {Int+3 Stlth-} (You found it on level 19 of a ziggurat)
572787 | Zig:20   | Entered Level 20 of a ziggurat
572787 | Zig:20   | Noticed a juggernaut
572787 | Zig:20   | Noticed a juggernaut
572787 | Zig:20   | Noticed a juggernaut
572787 | Zig:20   | Noticed a juggernaut
572787 | Zig:20   | Noticed a juggernaut
572787 | Zig:20   | Noticed a juggernaut
572787 | Zig:20   | Noticed a juggernaut
572787 | Zig:20   | Noticed a juggernaut
572787 | Zig:20   | Noticed a juggernaut
572787 | Zig:20   | Noticed a juggernaut
572790 | Zig:20   | Noticed a juggernaut
572790 | Zig:20   | Noticed a juggernaut
572794 | Zig:20   | Killed a juggernaut
572794 | Zig:20   | Killed a juggernaut
572794 | Zig:20   | Killed a juggernaut
572794 | Zig:20   | Killed a juggernaut
572794 | Zig:20   | Killed a juggernaut
572794 | Zig:20   | Killed a juggernaut
572794 | Zig:20   | Killed a juggernaut
572794 | Zig:20   | Killed a juggernaut
572794 | Zig:20   | Killed a juggernaut
572794 | Zig:20   | Killed a juggernaut
572794 | Zig:20   | Killed a juggernaut
572795 | Zig:20   | Noticed a juggernaut
572795 | Zig:20   | Noticed a juggernaut
572795 | Zig:20   | Noticed a juggernaut
572795 | Zig:20   | Noticed a juggernaut
572795 | Zig:20   | Noticed a juggernaut
572796 | Zig:20   | Noticed a juggernaut
572796 | Zig:20   | Noticed a juggernaut
572796 | Zig:20   | Noticed a juggernaut
572796 | Zig:20   | Noticed a juggernaut
572796 | Zig:20   | Noticed a juggernaut
572796 | Zig:20   | Noticed a juggernaut
572798 | Zig:20   | Noticed a juggernaut
572800 | Zig:20   | Noticed a juggernaut
572803 | Zig:20   | Noticed a juggernaut
572803 | Zig:20   | Noticed a juggernaut
572803 | Zig:20   | Noticed a juggernaut
572803 | Zig:20   | Noticed a juggernaut
572803 | Zig:20   | Noticed a juggernaut
572803 | Zig:20   | Noticed a juggernaut
572803 | Zig:20   | Killed a juggernaut
572803 | Zig:20   | Killed a juggernaut
572803 | Zig:20   | Killed a juggernaut
572803 | Zig:20   | Killed a juggernaut
572803 | Zig:20   | Killed a juggernaut
572803 | Zig:20   | Killed a juggernaut
572803 | Zig:20   | Killed a juggernaut
572803 | Zig:20   | Killed a juggernaut
572803 | Zig:20   | Killed a juggernaut
572803 | Zig:20   | Killed a juggernaut
572803 | Zig:20   | Killed a juggernaut
572803 | Zig:20   | Killed a juggernaut
572803 | Zig:20   | Killed a juggernaut
572803 | Zig:20   | Killed a juggernaut
572804 | Zig:20   | Noticed a juggernaut
572804 | Zig:20   | Noticed a juggernaut
572804 | Zig:20   | Noticed a juggernaut
572804 | Zig:20   | Noticed a juggernaut
572804 | Zig:20   | Noticed a juggernaut
572805 | Zig:20   | Noticed a juggernaut
572805 | Zig:20   | Noticed a juggernaut
572805 | Zig:20   | Noticed a juggernaut
572805 | Zig:20   | Noticed a juggernaut
572805 | Zig:20   | Noticed a juggernaut
572805 | Zig:20   | Noticed a juggernaut
572805 | Zig:20   | Noticed a juggernaut
572805 | Zig:20   | Noticed a juggernaut
572806 | Zig:20   | Noticed a juggernaut
572806 | Zig:20   | Noticed a juggernaut
572806 | Zig:20   | Noticed a juggernaut
572806 | Zig:20   | Noticed a juggernaut
572809 | Zig:20   | Killed a juggernaut
572809 | Zig:20   | Killed a juggernaut
572809 | Zig:20   | Killed a juggernaut
572809 | Zig:20   | Killed a juggernaut
572809 | Zig:20   | Killed a juggernaut
572809 | Zig:20   | Killed a juggernaut
572809 | Zig:20   | Killed a juggernaut
572809 | Zig:20   | Killed a juggernaut
572809 | Zig:20   | Killed a juggernaut
572809 | Zig:20   | Killed a juggernaut
572809 | Zig:20   | Killed a juggernaut
572809 | Zig:20   | Killed a juggernaut
572809 | Zig:20   | Killed a juggernaut
572809 | Zig:20   | Killed a juggernaut
572809 | Zig:20   | Killed a juggernaut
572809 | Zig:20   | Killed a juggernaut
572810 | Zig:20   | Noticed a juggernaut
572810 | Zig:20   | Noticed a juggernaut
572810 | Zig:20   | Noticed a juggernaut
572810 | Zig:20   | Noticed a juggernaut
572811 | Zig:20   | Noticed a juggernaut
572811 | Zig:20   | Noticed a juggernaut
572811 | Zig:20   | Noticed a juggernaut
572812 | Zig:20   | Noticed a juggernaut
572813 | Zig:20   | Noticed a juggernaut
572814 | Zig:20   | Killed a juggernaut
572815 | Zig:20   | Noticed a juggernaut
572816 | Zig:20   | Noticed a juggernaut
572816 | Zig:20   | Killed a juggernaut
572816 | Zig:20   | Killed a juggernaut
572816 | Zig:20   | Killed a juggernaut
572816 | Zig:20   | Killed a juggernaut
572816 | Zig:20   | Killed a juggernaut
572816 | Zig:20   | Killed a juggernaut
572816 | Zig:20   | Killed a juggernaut
572816 | Zig:20   | Killed a juggernaut
572816 | Zig:20   | Killed a juggernaut
572816 | Zig:20   | Killed a juggernaut
572816 | Zig:20   | Killed a juggernaut
572816 | Zig:20   | Killed a juggernaut
572816 | Zig:20   | Killed a juggernaut
572816 | Zig:20   | Killed a juggernaut
572816 | Zig:20   | Killed a juggernaut
572816 | Zig:20   | Killed a juggernaut
572817 | Zig:20   | Noticed a juggernaut
572817 | Zig:20   | Noticed a juggernaut
572817 | Zig:20   | Noticed a juggernaut
572817 | Zig:20   | Noticed a juggernaut
572818 | Zig:20   | Noticed a juggernaut
572818 | Zig:20   | Noticed a juggernaut
572818 | Zig:20   | Noticed a juggernaut
572819 | Zig:20   | Noticed a juggernaut
572822 | Zig:20   | Noticed a juggernaut
572822 | Zig:20   | Noticed a juggernaut
572823 | Zig:20   | Noticed a juggernaut
572826 | Zig:20   | Killed a juggernaut
572826 | Zig:20   | Killed a juggernaut
572826 | Zig:20   | Killed a juggernaut
572826 | Zig:20   | Killed a juggernaut
572826 | Zig:20   | Killed a juggernaut
572826 | Zig:20   | Killed a juggernaut
572826 | Zig:20   | Killed a juggernaut
572826 | Zig:20   | Killed a juggernaut
572826 | Zig:20   | Killed a juggernaut
572826 | Zig:20   | Killed a juggernaut
572834 | Zig:20   | Killed a juggernaut
572834 | Zig:20   | Killed a juggernaut
572859 | Zig:20   | Got a flickering tin ring
572861 | Zig:20   | Identified the ring "Begiesom" {Fire rN+ MR+ Dex+6} (You found it on level 20 of a ziggurat)
572869 | Zig:20   | Got a scintillating steel amulet
572870 | Zig:20   | Identified the amulet of Suspicion {Harm *Drain rC+ Stlth+} (You found it on level 20 of a ziggurat)
573004 | Zig:20   | Got a twitching tin ring
573005 | Zig:20   | Identified the ring "Lonkilei" {Str+4 Int+3 Slay+1} (You found it on level 20 of a ziggurat)
573021 | Zig:20   | Got a smoking steel ring
573022 | Zig:20   | Identified the ring "Yharch" {rElec rF+ Dex+3 SInv} (You found it on level 20 of a ziggurat)
573034 | Zig:20   | Got a warped wooden ring
573035 | Zig:20   | Identified the ring "Velu Uxzehu" {+Fly rPois Dex+3} (You found it on level 20 of a ziggurat)
573042 | Zig:20   | Identified the cursed +0 broad axe of Regicide {drain, rElec rPois} (You found it on level 20 of a ziggurat)
573071 | Zig:20   | Identified Sif Muna's Collected Works on Earthen Feathers
573079 | Zig:21   | Entered Level 21 of a ziggurat
573079 | Zig:21   | Noticed a juggernaut
573079 | Zig:21   | Noticed a juggernaut
573079 | Zig:21   | Noticed a juggernaut
573079 | Zig:21   | Noticed a juggernaut
573079 | Zig:21   | Noticed a juggernaut
573079 | Zig:21   | Noticed a juggernaut
573079 | Zig:21   | Noticed a juggernaut
573079 | Zig:21   | Noticed a juggernaut
573079 | Zig:21   | Noticed a juggernaut
573079 | Zig:21   | Noticed a juggernaut
573082 | Zig:21   | Noticed a juggernaut
573084 | Zig:21   | Noticed a juggernaut
573086 | Zig:21   | Noticed a juggernaut
573087 | Zig:21   | Noticed a juggernaut
573087 | Zig:21   | Killed a juggernaut
573087 | Zig:21   | Killed a juggernaut
573087 | Zig:21   | Killed a juggernaut
573087 | Zig:21   | Killed a juggernaut
573087 | Zig:21   | Killed a juggernaut
573087 | Zig:21   | Killed a juggernaut
573087 | Zig:21   | Killed a juggernaut
573087 | Zig:21   | Killed a juggernaut
573087 | Zig:21   | Killed a juggernaut
573088 | Zig:21   | Noticed a juggernaut
573089 | Zig:21   | Noticed a juggernaut
573089 | Zig:21   | Noticed a juggernaut
573089 | Zig:21   | Noticed a juggernaut
573089 | Zig:21   | Noticed a juggernaut
573090 | Zig:21   | Noticed a juggernaut
573090 | Zig:21   | Noticed a juggernaut
573090 | Zig:21   | Noticed a juggernaut
573090 | Zig:21   | Noticed a juggernaut
573091 | Zig:21   | Noticed a juggernaut
573091 | Zig:21   | Noticed a juggernaut
573093 | Zig:21   | Noticed a juggernaut
573093 | Zig:21   | Noticed a juggernaut
573094 | Zig:21   | Killed a juggernaut
573094 | Zig:21   | Killed a juggernaut
573094 | Zig:21   | Killed a juggernaut
573094 | Zig:21   | Killed a juggernaut
573094 | Zig:21   | Killed a juggernaut
573094 | Zig:21   | Killed a juggernaut
573094 | Zig:21   | Killed a juggernaut
573094 | Zig:21   | Killed a juggernaut
573094 | Zig:21   | Killed a juggernaut
573094 | Zig:21   | Killed a juggernaut
573094 | Zig:21   | Killed a juggernaut
573094 | Zig:21   | Killed a juggernaut
573094 | Zig:21   | Killed a juggernaut
573094 | Zig:21   | Killed a juggernaut
573094 | Zig:21   | Killed a juggernaut
573094 | Zig:21   | Killed a juggernaut
573095 | Zig:21   | Noticed a juggernaut
573095 | Zig:21   | Noticed a juggernaut
573095 | Zig:21   | Noticed a juggernaut
573096 | Zig:21   | Noticed a juggernaut
573096 | Zig:21   | Noticed a juggernaut
573096 | Zig:21   | Noticed a juggernaut
573096 | Zig:21   | Noticed a juggernaut
573096 | Zig:21   | Noticed a juggernaut
573097 | Zig:21   | Noticed a juggernaut
573097 | Zig:21   | Noticed a juggernaut
573097 | Zig:21   | Noticed a juggernaut
573097 | Zig:21   | Noticed a juggernaut
573098 | Zig:21   | Noticed a juggernaut
573102 | Zig:21   | Noticed a juggernaut
573103 | Zig:21   | Noticed a juggernaut
573107 | Zig:21   | Noticed a juggernaut
573107 | Zig:21   | Noticed a juggernaut
573108 | Zig:21   | Killed a juggernaut
573108 | Zig:21   | Killed a juggernaut
573108 | Zig:21   | Killed a juggernaut
573108 | Zig:21   | Killed a juggernaut
573108 | Zig:21   | Killed a juggernaut
573108 | Zig:21   | Killed a juggernaut
573108 | Zig:21   | Killed a juggernaut
573108 | Zig:21   | Killed a juggernaut
573108 | Zig:21   | Killed a juggernaut
573108 | Zig:21   | Killed a juggernaut
573108 | Zig:21   | Killed a juggernaut
573108 | Zig:21   | Killed a juggernaut
573108 | Zig:21   | Killed a juggernaut
573108 | Zig:21   | Killed a juggernaut
573108 | Zig:21   | Killed a juggernaut
573108 | Zig:21   | Killed a juggernaut
573108 | Zig:21   | Killed a juggernaut
573109 | Zig:21   | Noticed a juggernaut
573110 | Zig:21   | Noticed a juggernaut
573111 | Zig:21   | Noticed a juggernaut
573111 | Zig:21   | Noticed a juggernaut
573111 | Zig:21   | Noticed a juggernaut
573111 | Zig:21   | Noticed a juggernaut
573112 | Zig:21   | Noticed a juggernaut
573112 | Zig:21   | Noticed a juggernaut
573114 | Zig:21   | Noticed a juggernaut
573117 | Zig:21   | Killed a juggernaut
573117 | Zig:21   | Killed a juggernaut
573117 | Zig:21   | Killed a juggernaut
573117 | Zig:21   | Killed a juggernaut
573117 | Zig:21   | Killed a juggernaut
573117 | Zig:21   | Killed a juggernaut
573117 | Zig:21   | Killed a juggernaut
573117 | Zig:21   | Killed a juggernaut
573117 | Zig:21   | Killed a juggernaut
573118 | Zig:21   | Noticed a juggernaut
573119 | Zig:21   | Noticed a juggernaut
573121 | Zig:21   | Noticed a juggernaut
573121 | Zig:21   | Killed a juggernaut
573124 | Zig:21   | Killed a juggernaut
573124 | Zig:21   | Killed a juggernaut
573124 | Zig:21   | Killed a juggernaut
573124 | Zig:21   | Killed a juggernaut
573125 | Zig:21   | Noticed a juggernaut
573126 | Zig:21   | Noticed a juggernaut
573129 | Zig:21   | Killed a juggernaut
573129 | Zig:21   | Killed a juggernaut
573171 | Zig:21   | Got a warped amethyst amulet
573172 | Zig:21   | Identified the amulet "Atanedgh" {rElec rF+ Regen+} (You found it on level 21 of a ziggurat)
573186 | Zig:21   | Identified the Almanac of Helpful Black Rituals
573309 | Zig:21   | Got a vibrating copper ring
573311 | Zig:21   | Identified the ring "Qunol" {rCorr rN++ MP+9 Int-4} (You found it on level 21 of a ziggurat)
573319 | Zig:21   | Identified Ciocw's Almanac of Ashen Ignition
573326 | Zig:21   | Got an ancient tin ring
573327 | Zig:21   | Identified the ring "Zuiptucuda" {AC+3 Dex+6} (You found it on level 21 of a ziggurat)
573336 | Zig:21   | Got a flickering ruby amulet
573337 | Zig:21   | Identified the amulet of the Marlin {Faith rElec rPois Str-2 Stlth+} (You found it on level 21 of a ziggurat)
573354 | Zig:21   | Got a flickering silver ring
573355 | Zig:21   | Identified the cursed ring "Neghaff" {rF++ EV-4 Str-5} (You found it on level 21 of a ziggurat)
573359 | Zig:21   | Got a fine bronze ring
573362 | Zig:21   | Identified the ring "Kufumic" {rElec rN+ Int+3 Dex+2} (You found it on level 21 of a ziggurat)
573367 | Zig:21   | Got a coiled iron amulet
573369 | Zig:21   | Identified the amulet of the Raven {RegenMP +Fly rElec rC+ Int-2} (You found it on level 21 of a ziggurat)
573389 | Zig:21   | Identified the cursed +3 demon trident of Sala {venom, MR- Str+7 Int+5} (You found it on level 21 of a ziggurat)
573421 | Zig:22   | Entered Level 22 of a ziggurat
573464 | Zig:22   | Got a steaming tin ring
573466 | Zig:22   | Identified the ring of Nuekkyus {*Contam rElec rC+ rN+} (You found it on level 22 of a ziggurat)
573478 | Zig:22   | Got a steaming tin ring
573479 | Zig:22   | Identified the ring "Ontost" {Int+5 Stlth-} (You found it on level 22 of a ziggurat)
573496 | Zig:22   | Got a bound amethyst amulet
573497 | Zig:22   | Identified the amulet of the Chupacabra {Spirit rF+ Str+5 Dex-4 SInv} (You found it on level 22 of a ziggurat)
573758 | Zig:23   | Entered Level 23 of a ziggurat
573758 | Zig:23   | Noticed Cavirh Alay the pandemonium lord
573758 | Zig:23   | Noticed Nurghiuko the pandemonium lord
573758 | Zig:23   | Noticed Dataustruizogh the pandemonium lord
573758 | Zig:23   | Noticed Egom the pandemonium lord
573758 | Zig:23   | Noticed Nabilloz the pandemonium lord
573758 | Zig:23   | Noticed Koodiun the pandemonium lord
573758 | Zig:23   | Noticed Vybrueg the pandemonium lord
573758 | Zig:23   | Noticed Wadeb the pandemonium lord
573758 | Zig:23   | Noticed Miatuxzu the pandemonium lord
573758 | Zig:23   | Noticed Tisom the pandemonium lord
573758 | Zig:23   | Noticed Galiedu the pandemonium lord
573758 | Zig:23   | Noticed Jaiwk the pandemonium lord
573758 | Zig:23   | Noticed Ekhlic Ikiwk the pandemonium lord
573758 | Zig:23   | Noticed Wucugykh the pandemonium lord
573758 | Zig:23   | Noticed Ecwaru the pandemonium lord
573758 | Zig:23   | Noticed Gah Vunuth the pandemonium lord
573758 | Zig:23   | Noticed Tionlone the pandemonium lord
573758 | Zig:23   | Noticed Zugrom the pandemonium lord
573758 | Zig:23   | Noticed Weqi the pandemonium lord
573758 | Zig:23   | Noticed Cogh the pandemonium lord
573758 | Zig:23   | Noticed Paext the pandemonium lord
573758 | Zig:23   | Noticed Jepnaxt the pandemonium lord
573758 | Zig:23   | Noticed Difaij the pandemonium lord
573758 | Zig:23   | Noticed Zegheirgh the pandemonium lord
573758 | Zig:23   | Noticed Zeusch the pandemonium lord
573758 | Zig:23   | Noticed Yhielelo the pandemonium lord
573758 | Zig:23   | Noticed Pyopp the pandemonium lord
573758 | Zig:23   | Noticed Kizuse the pandemonium lord
573758 | Zig:23   | Noticed Meuts the pandemonium lord
573758 | Zig:23   | Noticed Lahidyup the pandemonium lord
573758 | Zig:23   | Noticed Beuxucunk the pandemonium lord
573758 | Zig:23   | Noticed Aruopso the pandemonium lord
573758 | Zig:23   | Noticed Qehen the pandemonium lord
573758 | Zig:23   | Noticed Wommymyweth the pandemonium lord
573758 | Zig:23   | Noticed Qiutes the pandemonium lord
573758 | Zig:23   | Noticed Nerir the pandemonium lord
573760 | Zig:23   | Noticed Gyonao the pandemonium lord
573760 | Zig:23   | Noticed Zetwiwn the pandemonium lord
573760 | Zig:23   | Noticed Ymie the pandemonium lord
573761 | Zig:23   | Noticed Pusiw the pandemonium lord
573761 | Zig:23   | Noticed Nicoup the pandemonium lord
573762 | Zig:23   | Killed Galiedu the pandemonium lord
573762 | Zig:23   | Killed Meicaa the pandemonium lord
573762 | Zig:23   | Killed Qiutes the pandemonium lord
573762 | Zig:23   | Killed Beuxucunk the pandemonium lord
573762 | Zig:23   | Killed Fedea the pandemonium lord
573763 | Zig:23   | Noticed Mitagiw the pandemonium lord
573763 | Zig:23   | Killed Meuts the pandemonium lord
573763 | Zig:23   | Killed Qehen the pandemonium lord
573763 | Zig:23   | Killed Lahidyup the pandemonium lord
573763 | Zig:23   | Killed Nerir the pandemonium lord
573764 | Zig:23   | Noticed Diestule the pandemonium lord
573764 | Zig:23   | Killed Ekhlic Ikiwk the pandemonium lord
573764 | Zig:23   | Killed Cogh the pandemonium lord
573765 | Zig:23   | Noticed Aghonit the pandemonium lord
573765 | Zig:23   | Noticed Dovajynn the pandemonium lord
573765 | Zig:23   | Noticed Usear the pandemonium lord
573765 | Zig:23   | Killed Nurghiuko the pandemonium lord
573765 | Zig:23   | Killed Jaiwk the pandemonium lord
573765 | Zig:23   | Killed Difaij the pandemonium lord
573765 | Zig:23   | Killed Ecwaru the pandemonium lord
573766 | Zig:23   | Noticed Fewk the pandemonium lord
573766 | Zig:23   | Killed Zeusch the pandemonium lord
573766 | Zig:23   | Killed Weqi the pandemonium lord
573766 | Zig:23   | Killed Aruopso the pandemonium lord
573766 | Zig:23   | Killed Diestule the pandemonium lord
573767 | Zig:23   | Killed Pyopp the pandemonium lord
573767 | Zig:23   | Killed Egom the pandemonium lord
573768 | Zig:23   | Noticed Ixirr the pandemonium lord
573769 | Zig:23   | Noticed Ughaetyt the pandemonium lord
573769 | Zig:23   | Killed Vybrueg the pandemonium lord
573772 | Zig:23   | Noticed Kiji the pandemonium lord
573772 | Zig:23   | Killed Kiji the pandemonium lord
573773 | Zig:23   | Noticed Izup the pandemonium lord
573773 | Zig:23   | Killed Tionlone the pandemonium lord
573776 | Zig:23   | Noticed Ligey the pandemonium lord
573776 | Zig:23   | Killed Dovajynn the pandemonium lord
573776 | Zig:23   | Killed Dataustruizogh the pandemonium lord
573776 | Zig:23   | Killed Koodiun the pandemonium lord
573776 | Zig:23   | Killed Wommymyweth the pandemonium lord
573776 | Zig:23   | Killed Tisom the pandemonium lord
573777 | Zig:23   | Killed Ymie the pandemonium lord
573778 | Zig:23   | Noticed Qenastrawu the pandemonium lord
573781 | Zig:23   | Noticed Wouwugri the pandemonium lord
573781 | Zig:23   | Noticed Kam Jan the pandemonium lord
573781 | Zig:23   | Noticed Fuexzith the pandemonium lord
573782 | Zig:23   | Killed Ughaetyt the pandemonium lord
573782 | Zig:23   | Killed Jepnaxt the pandemonium lord
573782 | Zig:23   | Killed Aghonit the pandemonium lord
573782 | Zig:23   | Killed Zetwiwn the pandemonium lord
573782 | Zig:23   | Killed Ixirr the pandemonium lord
573782 | Zig:23   | Killed Yhielelo the pandemonium lord
573782 | Zig:23   | Killed Zugrom the pandemonium lord
573782 | Zig:23   | Killed Fuexzith the pandemonium lord
573783 | Zig:23   | Noticed Gerock the pandemonium lord
573785 | Zig:23   | Killed Miatuxzu the pandemonium lord
573786 | Zig:23   | Noticed Koh Nod the pandemonium lord
573786 | Zig:23   | Killed Kizuse the pandemonium lord
573786 | Zig:23   | Killed Izup the pandemonium lord
573786 | Zig:23   | Killed Kam Jan the pandemonium lord
573786 | Zig:23   | Killed Paext the pandemonium lord
573786 | Zig:23   | Killed Zegheirgh the pandemonium lord
573787 | Zig:23   | Noticed Ilekaf the pandemonium lord
573788 | Zig:23   | Noticed Xikhakk the pandemonium lord
573788 | Zig:23   | Noticed Qabb the pandemonium lord
573789 | Zig:23   | Noticed Hotyp the pandemonium lord
573789 | Zig:23   | Noticed Rofihoiz the pandemonium lord
573789 | Zig:23   | Killed Pusiw the pandemonium lord
573789 | Zig:23   | Killed Fewk the pandemonium lord
573789 | Zig:23   | Killed Mitagiw the pandemonium lord
573789 | Zig:23   | Killed Nicoup the pandemonium lord
573790 | Zig:23   | Noticed Mer Mog the pandemonium lord
573790 | Zig:23   | Killed Qenastrawu the pandemonium lord
573790 | Zig:23   | Killed Wadeb the pandemonium lord
573790 | Zig:23   | Killed Cavirh Alay the pandemonium lord
573790 | Zig:23   | Killed Gerock the pandemonium lord
573790 | Zig:23   | Killed Ilekaf the pandemonium lord
573791 | Zig:23   | Noticed Giowifeo the pandemonium lord
573791 | Zig:23   | Killed Usear the pandemonium lord
573791 | Zig:23   | Killed Nabilloz the pandemonium lord
573791 | Zig:23   | Killed Mer Mog the pandemonium lord
573793 | Zig:23   | Noticed Ovotzud the pandemonium lord
573795 | Zig:23   | Noticed Zico the pandemonium lord
573795 | Zig:23   | Killed Gah Vunuth the pandemonium lord
573795 | Zig:23   | Killed Wouwugri the pandemonium lord
573795 | Zig:23   | Killed Giowifeo the pandemonium lord
573797 | Zig:23   | Killed Vemetuome the pandemonium lord
573797 | Zig:23   | Killed Ligey the pandemonium lord
573797 | Zig:23   | Killed Kixe the pandemonium lord
573798 | Zig:23   | Noticed Kafele the pandemonium lord
573798 | Zig:23   | Noticed Kiruunt the pandemonium lord
573798 | Zig:23   | Killed Gyonao the pandemonium lord
573798 | Zig:23   | Killed Ovotzud the pandemonium lord
573798 | Zig:23   | Killed Xikhakk the pandemonium lord
573798 | Zig:23   | Killed Kiruunt the pandemonium lord
573798 | Zig:23   | Killed Koh Nod the pandemonium lord
573798 | Zig:23   | Killed Unat the pandemonium lord
573798 | Zig:23   | Killed Gulus the pandemonium lord
573799 | Zig:23   | Noticed Buyfel the pandemonium lord
573801 | Zig:23   | Noticed Amnu Nipp the pandemonium lord
573802 | Zig:23   | Noticed Ullej the pandemonium lord
573802 | Zig:23   | Noticed Gukureten the pandemonium lord
573802 | Zig:23   | Killed Amnu Nipp the pandemonium lord
573802 | Zig:23   | Killed Wucugykh the pandemonium lord
573802 | Zig:23   | Killed Majocw the pandemonium lord
573803 | Zig:23   | Noticed Rolikk the pandemonium lord
573803 | Zig:23   | Noticed Ticua the pandemonium lord
573803 | Zig:23   | Killed Rofihoiz the pandemonium lord
573803 | Zig:23   | Killed Zico the pandemonium lord
573803 | Zig:23   | Killed Ticua the pandemonium lord
573803 | Zig:23   | Killed Vymuuxen the pandemonium lord
573804 | Zig:23   | Noticed Kaogotok the pandemonium lord
573804 | Zig:23   | Noticed Miregosm the pandemonium lord
573804 | Zig:23   | Killed Oro Urch the pandemonium lord
573804 | Zig:23   | Killed Caamimm the pandemonium lord
573805 | Zig:23   | Noticed Xyckesua the pandemonium lord
573805 | Zig:23   | Noticed Mud Bipsesch the pandemonium lord
573805 | Zig:23   | Noticed Bopula the pandemonium lord
573805 | Zig:23   | Noticed Jyfisou the pandemonium lord
573805 | Zig:23   | Noticed Acviut the pandemonium lord
573805 | Zig:23   | Noticed Taes the pandemonium lord
573806 | Zig:23   | Noticed Kaxitipt the pandemonium lord
573806 | Zig:23   | Noticed Futafaco the pandemonium lord
573806 | Zig:23   | Killed Acviut the pandemonium lord
573806 | Zig:23   | Killed Kafele the pandemonium lord
573807 | Zig:23   | Noticed Owyreap the pandemonium lord
573808 | Zig:23   | Noticed Xyhit the pandemonium lord
573808 | Zig:23   | Noticed Bavyir the pandemonium lord
573808 | Zig:23   | Killed Mud Bipsesch the pandemonium lord
573808 | Zig:23   | Killed Ullej the pandemonium lord
573808 | Zig:23   | Killed Futafaco the pandemonium lord
573808 | Zig:23   | Killed Hotyp the pandemonium lord
573808 | Zig:23   | Killed Jyfisou the pandemonium lord
573809 | Zig:23   | Noticed Kablin the pandemonium lord
573809 | Zig:23   | Killed Taes the pandemonium lord
573809 | Zig:23   | Killed Qabb the pandemonium lord
573809 | Zig:23   | Killed Oscheor the pandemonium lord
573809 | Zig:23   | Killed Kaxitipt the pandemonium lord
573809 | Zig:23   | Killed Guss the pandemonium lord
573809 | Zig:23   | Killed Xyhit the pandemonium lord
573810 | Zig:23   | Noticed Paonk the pandemonium lord
573810 | Zig:23   | Noticed Gaav the pandemonium lord
573810 | Zig:23   | Killed Bopula the pandemonium lord
573811 | Zig:23   | Noticed Guepp the pandemonium lord
573811 | Zig:23   | Noticed Penwaxt the pandemonium lord
573811 | Zig:23   | Killed Gukureten the pandemonium lord
573812 | Zig:23   | Noticed Rekkel the pandemonium lord
573813 | Zig:23   | Killed Bavyir the pandemonium lord
573814 | Zig:23   | Noticed Fuger the pandemonium lord
573815 | Zig:23   | Noticed Geown the pandemonium lord
573815 | Zig:23   | Noticed Zapsyhymeff the pandemonium lord
573815 | Zig:23   | Noticed Bucvavve the pandemonium lord
573815 | Zig:23   | Killed Penwaxt the pandemonium lord
573816 | Zig:23   | Noticed Ajievaf the pandemonium lord
573816 | Zig:23   | Killed Kaogotok the pandemonium lord
573816 | Zig:23   | Killed Owyreap the pandemonium lord
573816 | Zig:23   | Killed Rolikk the pandemonium lord
573816 | Zig:23   | Killed Rekkel the pandemonium lord
573817 | Zig:23   | Noticed Nokhas the pandemonium lord
573819 | Zig:23   | Noticed Ysoma the pandemonium lord
573819 | Zig:23   | Noticed Hyf Fuarr the pandemonium lord
573819 | Zig:23   | Noticed Fuzip the pandemonium lord
573822 | Zig:23   | Noticed Tairahiu the pandemonium lord
573825 | Zig:23   | Killed Fuger the pandemonium lord
573826 | Zig:23   | Noticed Norampu the pandemonium lord
573826 | Zig:23   | Noticed Onimoran the pandemonium lord
573827 | Zig:23   | Killed Tairahiu the pandemonium lord
573827 | Zig:23   | Killed Miregosm the pandemonium lord
573828 | Zig:23   | Noticed Xawaw the pandemonium lord
573828 | Zig:23   | Killed Paonk the pandemonium lord
573828 | Zig:23   | Killed Gaav the pandemonium lord
573829 | Zig:23   | Noticed Tuuleyn the pandemonium lord
573830 | Zig:23   | Noticed Laisahi the pandemonium lord
573830 | Zig:23   | Killed Nokhas the pandemonium lord
573830 | Zig:23   | Killed Kablin the pandemonium lord
573831 | Zig:23   | Noticed Demusmu the pandemonium lord
573831 | Zig:23   | Noticed Kufugg the pandemonium lord
573831 | Zig:23   | Noticed Suutz the pandemonium lord
573831 | Zig:23   | Noticed Ovehuu Gunt the pandemonium lord
573831 | Zig:23   | Noticed Xuinah the pandemonium lord
573831 | Zig:23   | Noticed Kuazen the pandemonium lord
573831 | Zig:23   | Noticed Fashyel the pandemonium lord
573831 | Zig:23   | Noticed Weforoent the pandemonium lord
573831 | Zig:23   | Noticed Wotzaun the pandemonium lord
573831 | Zig:23   | Noticed Juor the pandemonium lord
573831 | Zig:23   | Killed Fuzip the pandemonium lord
573831 | Zig:23   | Killed Ajievaf the pandemonium lord
573831 | Zig:23   | Killed Guepp the pandemonium lord
573831 | Zig:23   | Killed Ysoma the pandemonium lord
573831 | Zig:23   | Killed Buyfel the pandemonium lord
573832 | Zig:23   | Noticed Nys Esuduiss the pandemonium lord
573832 | Zig:23   | Noticed Xapsuz the pandemonium lord
573832 | Zig:23   | Noticed Ezool the pandemonium lord
573833 | Zig:23   | Noticed Ugiraim the pandemonium lord
573834 | Zig:23   | Noticed Guristo the pandemonium lord
573836 | Zig:23   | Noticed Uradwigh the pandemonium lord
573837 | Zig:23   | Killed Laisahi the pandemonium lord
573837 | Zig:23   | Killed Guristo the pandemonium lord
573837 | Zig:23   | Killed Bucvavve the pandemonium lord
573838 | Zig:23   | Killed Xapsuz the pandemonium lord
573839 | Zig:23   | Noticed Yheir the pandemonium lord
573839 | Zig:23   | Killed Onimoran the pandemonium lord
573839 | Zig:23   | Killed Kuazen the pandemonium lord
573839 | Zig:23   | Killed Juor the pandemonium lord
573840 | Zig:23   | Killed Hyf Fuarr the pandemonium lord
573841 | Zig:23   | Killed Zapsyhymeff the pandemonium lord
573842 | Zig:23   | Noticed Tasutuol the pandemonium lord
573842 | Zig:23   | Noticed Usta the pandemonium lord
573843 | Zig:23   | Killed Uradwigh the pandemonium lord
573843 | Zig:23   | Killed Ezool the pandemonium lord
573844 | Zig:23   | Noticed Veolu the pandemonium lord
573844 | Zig:23   | Killed Xawaw the pandemonium lord
573844 | Zig:23   | Killed Xyckesua the pandemonium lord
573845 | Zig:23   | Noticed Fiutuuh the pandemonium lord
573845 | Zig:23   | Killed Xuinah the pandemonium lord
573845 | Zig:23   | Killed Fiutuuh the pandemonium lord
573846 | Zig:23   | Killed Suutz the pandemonium lord
573847 | Zig:23   | Killed Tuuleyn the pandemonium lord
573847 | Zig:23   | Killed Ovehuu Gunt the pandemonium lord
573848 | Zig:23   | Killed Tasutuol the pandemonium lord
573848 | Zig:23   | Killed Yheir the pandemonium lord
573848 | Zig:23   | Killed Veolu the pandemonium lord
573849 | Zig:23   | Noticed Niuvaeha the pandemonium lord
573850 | Zig:23   | Noticed Lengun the pandemonium lord
573850 | Zig:23   | Noticed Puteorgh the pandemonium lord
573850 | Zig:23   | Killed Norampu the pandemonium lord
573850 | Zig:23   | Killed Ugiraim the pandemonium lord
573850 | Zig:23   | Killed Kuzxittu the pandemonium lord
573851 | Zig:23   | Killed Buamobb the pandemonium lord
573851 | Zig:23   | Killed Wotzaun the pandemonium lord
573852 | Zig:23   | Noticed Weliosa the pandemonium lord
573853 | Zig:23   | Noticed Qiruw the pandemonium lord
573853 | Zig:23   | Killed Nys Esuduiss the pandemonium lord
573854 | Zig:23   | Noticed Hata the pandemonium lord
573856 | Zig:23   | Noticed Byddan the pandemonium lord
573856 | Zig:23   | Noticed Awke the pandemonium lord
573857 | Zig:23   | Killed Fashyel the pandemonium lord
573857 | Zig:23   | Killed Usta the pandemonium lord
573857 | Zig:23   | Killed Dael the pandemonium lord
573857 | Zig:23   | Killed Demusmu the pandemonium lord
573858 | Zig:23   | Noticed Wopul the pandemonium lord
573858 | Zig:23   | Killed Weforoent the pandemonium lord
573859 | Zig:23   | Noticed Siokiq the pandemonium lord
573859 | Zig:23   | Noticed Aggos the pandemonium lord
573859 | Zig:23   | Noticed Vyedip the pandemonium lord
573859 | Zig:23   | Noticed Ozied the pandemonium lord
573859 | Zig:23   | Killed Kufugg the pandemonium lord
573860 | Zig:23   | Noticed Fiwnanah the pandemonium lord
573860 | Zig:23   | Killed Qiruw the pandemonium lord
573860 | Zig:23   | Killed Geown the pandemonium lord
573860 | Zig:23   | Killed Awke the pandemonium lord
573861 | Zig:23   | Noticed Wonkupta the pandemonium lord
573861 | Zig:23   | Noticed Vaefem the pandemonium lord
573861 | Zig:23   | Noticed Jukibbom the pandemonium lord
573861 | Zig:23   | Killed Hata the pandemonium lord
573861 | Zig:23   | Killed Byddan the pandemonium lord
573862 | Zig:23   | Noticed Pober Yhom the pandemonium lord
573862 | Zig:23   | Noticed Wanikar the pandemonium lord
573862 | Zig:23   | Noticed Cudghalur the pandemonium lord
573863 | Zig:23   | Noticed Wyse the pandemonium lord
573863 | Zig:23   | Noticed Vicvagit the pandemonium lord
573863 | Zig:23   | Killed Lengun the pandemonium lord
573864 | Zig:23   | Noticed Okleoco the pandemonium lord
573864 | Zig:23   | Noticed Ywnov the pandemonium lord
573864 | Zig:23   | Noticed Odoffis the pandemonium lord
573864 | Zig:23   | Noticed Cynwehock the pandemonium lord
573866 | Zig:23   | Noticed Jublen the pandemonium lord
573866 | Zig:23   | Noticed Kozxi the pandemonium lord
573867 | Zig:23   | Noticed Itubea the pandemonium lord
573868 | Zig:23   | Killed Puteorgh the pandemonium lord
573868 | Zig:23   | Killed Siokiq the pandemonium lord
573869 | Zig:23   | Noticed Gaoxutz the pandemonium lord
573869 | Zig:23   | Killed Cudghalur the pandemonium lord
573869 | Zig:23   | Killed Vyedip the pandemonium lord
573870 | Zig:23   | Noticed Beqyir the pandemonium lord
573870 | Zig:23   | Killed Itubea the pandemonium lord
573871 | Zig:23   | Noticed Duypt the pandemonium lord
573872 | Zig:23   | Noticed Qaotz the pandemonium lord
573873 | Zig:23   | Killed Jukibbom the pandemonium lord
573873 | Zig:23   | Killed Niuvaeha the pandemonium lord
573873 | Zig:23   | Killed Cynwehock the pandemonium lord
573873 | Zig:23   | Killed Ozied the pandemonium lord
573873 | Zig:23   | Killed Wanikar the pandemonium lord
573873 | Zig:23   | Killed Beqyir the pandemonium lord
573874 | Zig:23   | Noticed Jabbaar the pandemonium lord
573875 | Zig:23   | Noticed Lufrued the pandemonium lord
573875 | Zig:23   | Noticed Ceamaug the pandemonium lord
573875 | Zig:23   | Noticed Utiv Poo the pandemonium lord
573875 | Zig:23   | Noticed Taosin the pandemonium lord
573875 | Zig:23   | Killed Wyse the pandemonium lord
573875 | Zig:23   | Killed Vicvagit the pandemonium lord
573875 | Zig:23   | Killed Ywnov the pandemonium lord
573875 | Zig:23   | Killed Aggos the pandemonium lord
573875 | Zig:23   | Cast into level 5 of the Abyss (Okleoco)
573875 | Abyss:5  | Entered Level 5 of the Abyss
573880 | Zig:23   | Escaped the Abyss
573880 | Zig:23   | Noticed Lecatayt the pandemonium lord
573880 | Zig:23   | Noticed Riusoux the pandemonium lord
573880 | Zig:23   | Noticed Qezum the pandemonium lord
573881 | Zig:23   | Noticed Dinovyf the pandemonium lord
573882 | Zig:23   | Killed Wopul the pandemonium lord
573882 | Zig:23   | Killed Qaotz the pandemonium lord
573884 | Zig:23   | Noticed Tuhos the pandemonium lord
573886 | Zig:23   | Noticed Waem the pandemonium lord
573886 | Zig:23   | Killed Dinovyf the pandemonium lord
573888 | Zig:23   | Noticed Osach the pandemonium lord
573888 | Zig:23   | Identified the Almanac of Ensnaring Earth
573899 | Zig:23   | Killed Osach the pandemonium lord
573904 | Zig:23   | Noticed Ziuvy the pandemonium lord
573904 | Zig:23   | Noticed Sanaagi the pandemonium lord
573904 | Zig:23   | Killed Sanaagi the pandemonium lord
573904 | Zig:23   | Killed Ziuvy the pandemonium lord
573904 | Zig:23   | Killed Qetuduzi the pandemonium lord
573907 | Zig:23   | Killed Zamet the pandemonium lord
573909 | Zig:23   | Noticed Heffoero the pandemonium lord
573909 | Zig:23   | Noticed Futhru Wanos the pandemonium lord
573909 | Zig:23   | Noticed Beufuz Aso the pandemonium lord
573911 | Zig:23   | Killed Tewel the pandemonium lord
573911 | Zig:23   | Killed Zafraice the pandemonium lord
573911 | Zig:23   | Killed Beufuz Aso the pandemonium lord
573912 | Zig:23   | Killed Futhru Wanos the pandemonium lord
573915 | Zig:23   | Killed Heffoero the pandemonium lord
573916 | Zig:23   | Noticed Wyery the pandemonium lord
573917 | Zig:23   | Killed Inuasila the pandemonium lord
573918 | Zig:23   | Noticed Husukainn the pandemonium lord
573919 | Zig:23   | Killed Raga the pandemonium lord
573919 | Zig:23   | Killed Wyery the pandemonium lord
573921 | Zig:23   | Noticed Uschik the pandemonium lord
573921 | Zig:23   | Noticed Xal Xuhy the pandemonium lord
573923 | Zig:23   | Noticed Ginijid the pandemonium lord
573923 | Zig:23   | Noticed Uttim the pandemonium lord
573923 | Zig:23   | Killed Fiwnanah the pandemonium lord
573923 | Zig:23   | Killed Ginijid the pandemonium lord
573924 | Zig:23   | Killed Xal Xuhy the pandemonium lord
573924 | Zig:23   | Killed Uschik the pandemonium lord
573929 | Zig:23   | Noticed Usterch the pandemonium lord
573929 | Zig:23   | Killed Usterch the pandemonium lord
573933 | Zig:23   | Killed Husukainn the pandemonium lord
573933 | Zig:23   | Killed Uttim the pandemonium lord
573935 | Zig:23   | Killed Vaefem the pandemonium lord
573938 | Zig:23   | Noticed Zurrinas the pandemonium lord
573939 | Zig:23   | Noticed Taubuhed the pandemonium lord
573939 | Zig:23   | Killed Zurrinas the pandemonium lord
573940 | Zig:23   | Noticed Sothunk the pandemonium lord
573940 | Zig:23   | Noticed Keent the pandemonium lord
573940 | Zig:23   | Noticed Alireitt the pandemonium lord
573940 | Zig:23   | Killed Siamaso the pandemonium lord
573940 | Zig:23   | Killed Juru the pandemonium lord
573940 | Zig:23   | Killed Okleoco the pandemonium lord
573941 | Zig:23   | Killed Jublen the pandemonium lord
573941 | Zig:23   | Killed Riusoux the pandemonium lord
573942 | Zig:23   | Killed Sothunk the pandemonium lord
573942 | Zig:23   | Killed Alireitt the pandemonium lord
573943 | Zig:23   | Noticed Zeuttoru the pandemonium lord
573946 | Zig:23   | Noticed Plog the pandemonium lord
573948 | Zig:23   | Noticed Reptew the pandemonium lord
573948 | Zig:23   | Killed Tuhos the pandemonium lord
573948 | Zig:23   | Killed Weliosa the pandemonium lord
573948 | Zig:23   | Killed Taubuhed the pandemonium lord
573948 | Zig:23   | Killed Kozxi the pandemonium lord
573948 | Zig:23   | Killed Duypt the pandemonium lord
573949 | Zig:23   | Noticed Mefroc the pandemonium lord
573949 | Zig:23   | Killed Keent the pandemonium lord
573950 | Zig:23   | Killed Zeuttoru the pandemonium lord
573951 | Zig:23   | Killed Lecatayt the pandemonium lord
573951 | Zig:23   | Killed Plog the pandemonium lord
573952 | Zig:23   | Noticed Xaqa the pandemonium lord
573952 | Zig:23   | Noticed Anuomeah the pandemonium lord
573955 | Zig:23   | Noticed Puqed the pandemonium lord
573956 | Zig:23   | Killed Pober Yhom the pandemonium lord
573956 | Zig:23   | Killed Jabbaar the pandemonium lord
573956 | Zig:23   | Killed Reptew the pandemonium lord
573956 | Zig:23   | Killed Mefroc the pandemonium lord
573958 | Zig:23   | Killed Qezum the pandemonium lord
573958 | Zig:23   | Killed Kucoxoi the pandemonium lord
573961 | Zig:23   | Killed Puqed the pandemonium lord
573962 | Zig:23   | Killed Odoffis the pandemonium lord
573962 | Zig:23   | Killed Lufrued the pandemonium lord
573962 | Zig:23   | Killed Ceamaug the pandemonium lord
573964 | Zig:23   | Killed Wonkupta the pandemonium lord
573964 | Zig:23   | Killed Taosin the pandemonium lord
573965 | Zig:23   | Killed Xaqa the pandemonium lord
573965 | Zig:23   | Killed Waem the pandemonium lord
573966 | Zig:23   | Killed Utiv Poo the pandemonium lord
573966 | Zig:23   | Killed Anuomeah the pandemonium lord
573967 | Zig:23   | Killed Gaoxutz the pandemonium lord
574046 | Zig:23   | Got a translucent lapis lazuli ring
574056 | Zig:23   | Identified the ring of Incredulity {SInv Stlth+} (You found it on level 23 of a ziggurat)
574073 | Zig:23   | Got a warped ruby amulet
574074 | Zig:23   | Identified the amulet of Miwuseon {Gourm rC+ rN+ Str+2 Slay+5} (You found it on level 23 of a ziggurat)
574083 | Zig:23   | Got a flickering copper ring
574084 | Zig:23   | Identified the ring of Tosymy {Fire *Corrode MR- Str+9 Dex+4} (You found it on level 23 of a ziggurat)
574089 | Zig:23   | Got a smoking glass ring
574091 | Zig:23   | Identified the ring of Gaanierch {*Slow rPois rC++ Str+3 Int+2} (You found it on level 23 of a ziggurat)
574098 | Zig:23   | Got a clouded golden ring
574099 | Zig:23   | Identified the ring "Ferchelaa" {Wiz rElec Str+4} (You found it on level 23 of a ziggurat)
574103 | Zig:23   | Identified the +1 helmet of the Bulwark {Dex+4} (You found it on level 23 of a ziggurat)
574105 | Zig:23   | Got a bound lapis lazuli ring
574107 | Zig:23   | Identified the ring "Ybuyvoekej" {rC- MR+ Str+6 Dex+6} (You found it on level 23 of a ziggurat)
574132 | Zig:23   | Got a scintillating copper amulet
574133 | Zig:23   | Identified the amulet of the Will of the Gods {+Rage rF+ Dex-3 Slay+4} (You found it on level 23 of a ziggurat)
574267 | Zig:24   | Entered Level 24 of a ziggurat
574267 | Zig:24   | Noticed a juggernaut
574267 | Zig:24   | Noticed a juggernaut
574267 | Zig:24   | Noticed a juggernaut
574267 | Zig:24   | Noticed a juggernaut
574267 | Zig:24   | Noticed a juggernaut
574267 | Zig:24   | Noticed a juggernaut
574267 | Zig:24   | Noticed a juggernaut
574267 | Zig:24   | Noticed a juggernaut
574267 | Zig:24   | Noticed a juggernaut
574267 | Zig:24   | Noticed a juggernaut
574267 | Zig:24   | Noticed a juggernaut
574267 | Zig:24   | Noticed a juggernaut
574267 | Zig:24   | Noticed a juggernaut
574271 | Zig:24   | Killed a juggernaut
574271 | Zig:24   | Killed a juggernaut
574271 | Zig:24   | Killed a juggernaut
574271 | Zig:24   | Killed a juggernaut
574271 | Zig:24   | Killed a juggernaut
574271 | Zig:24   | Killed a juggernaut
574271 | Zig:24   | Killed a juggernaut
574271 | Zig:24   | Killed a juggernaut
574271 | Zig:24   | Killed a juggernaut
574271 | Zig:24   | Killed a juggernaut
574271 | Zig:24   | Killed a juggernaut
574271 | Zig:24   | Killed a juggernaut
574271 | Zig:24   | Killed a juggernaut
574272 | Zig:24   | Noticed a juggernaut
574272 | Zig:24   | Noticed a juggernaut
574272 | Zig:24   | Noticed a juggernaut
574272 | Zig:24   | Noticed a juggernaut
574273 | Zig:24   | Noticed a juggernaut
574273 | Zig:24   | Noticed a juggernaut
574274 | Zig:24   | Noticed a juggernaut
574274 | Zig:24   | Noticed a juggernaut
574275 | Zig:24   | Noticed a juggernaut
574276 | Zig:24   | Noticed a juggernaut
574277 | Zig:24   | Killed a juggernaut
574277 | Zig:24   | Killed a juggernaut
574277 | Zig:24   | Killed a juggernaut
574277 | Zig:24   | Killed a juggernaut
574277 | Zig:24   | Killed a juggernaut
574277 | Zig:24   | Killed a juggernaut
574277 | Zig:24   | Killed a juggernaut
574278 | Zig:24   | Noticed a juggernaut
574278 | Zig:24   | Noticed a juggernaut
574278 | Zig:24   | Noticed a juggernaut
574278 | Zig:24   | Killed a juggernaut
574280 | Zig:24   | Noticed a juggernaut
574280 | Zig:24   | Noticed a juggernaut
574280 | Zig:24   | Noticed a juggernaut
574280 | Zig:24   | Noticed a juggernaut
574281 | Zig:24   | Noticed a juggernaut
574282 | Zig:24   | Noticed a juggernaut
574284 | Zig:24   | Noticed a juggernaut
574284 | Zig:24   | Noticed a juggernaut
574286 | Zig:24   | Killed a juggernaut
574286 | Zig:24   | Killed a juggernaut
574286 | Zig:24   | Killed a juggernaut
574286 | Zig:24   | Killed a juggernaut
574286 | Zig:24   | Killed a juggernaut
574286 | Zig:24   | Killed a juggernaut
574286 | Zig:24   | Killed a juggernaut
574286 | Zig:24   | Killed a juggernaut
574286 | Zig:24   | Killed a juggernaut
574286 | Zig:24   | Killed a juggernaut
574286 | Zig:24   | Killed a juggernaut
574286 | Zig:24   | Killed a juggernaut
574286 | Zig:24   | Killed a juggernaut
574287 | Zig:24   | Noticed a juggernaut
574287 | Zig:24   | Noticed a juggernaut
574287 | Zig:24   | Noticed a juggernaut
574287 | Zig:24   | Noticed a juggernaut
574287 | Zig:24   | Noticed a juggernaut
574287 | Zig:24   | Noticed a juggernaut
574287 | Zig:24   | Noticed a juggernaut
574287 | Zig:24   | Noticed a juggernaut
574288 | Zig:24   | Noticed a juggernaut
574288 | Zig:24   | Noticed a juggernaut
574288 | Zig:24   | Noticed a juggernaut
574288 | Zig:24   | Noticed a juggernaut
574288 | Zig:24   | Noticed a juggernaut
574289 | Zig:24   | Noticed a juggernaut
574289 | Zig:24   | Noticed a juggernaut
574289 | Zig:24   | Noticed a juggernaut
574290 | Zig:24   | Noticed a juggernaut
574292 | Zig:24   | Noticed a juggernaut
574292 | Zig:24   | Killed a juggernaut
574292 | Zig:24   | Killed a juggernaut
574292 | Zig:24   | Killed a juggernaut
574292 | Zig:24   | Killed a juggernaut
574292 | Zig:24   | Killed a juggernaut
574292 | Zig:24   | Killed a juggernaut
574292 | Zig:24   | Killed a juggernaut
574292 | Zig:24   | Killed a juggernaut
574292 | Zig:24   | Killed a juggernaut
574292 | Zig:24   | Killed a juggernaut
574292 | Zig:24   | Killed a juggernaut
574292 | Zig:24   | Killed a juggernaut
574292 | Zig:24   | Killed a juggernaut
574292 | Zig:24   | Killed a juggernaut
574292 | Zig:24   | Killed a juggernaut
574292 | Zig:24   | Killed a juggernaut
574293 | Zig:24   | Noticed a juggernaut
574293 | Zig:24   | Noticed a juggernaut
574293 | Zig:24   | Noticed a juggernaut
574293 | Zig:24   | Noticed a juggernaut
574293 | Zig:24   | Noticed a juggernaut
574294 | Zig:24   | Noticed a juggernaut
574294 | Zig:24   | Noticed a juggernaut
574294 | Zig:24   | Noticed a juggernaut
574295 | Zig:24   | Noticed a juggernaut
574296 | Zig:24   | Noticed a juggernaut
574297 | Zig:24   | Noticed a juggernaut
574298 | Zig:24   | Noticed a juggernaut
574299 | Zig:24   | Killed a juggernaut
574299 | Zig:24   | Killed a juggernaut
574299 | Zig:24   | Killed a juggernaut
574299 | Zig:24   | Killed a juggernaut
574299 | Zig:24   | Killed a juggernaut
574299 | Zig:24   | Killed a juggernaut
574299 | Zig:24   | Killed a juggernaut
574299 | Zig:24   | Killed a juggernaut
574299 | Zig:24   | Killed a juggernaut
574299 | Zig:24   | Killed a juggernaut
574299 | Zig:24   | Killed a juggernaut
574299 | Zig:24   | Killed a juggernaut
574300 | Zig:24   | Noticed a juggernaut
574308 | Zig:24   | Noticed a juggernaut
574308 | Zig:24   | Killed a juggernaut
574308 | Zig:24   | Killed a juggernaut
574308 | Zig:24   | Killed a juggernaut
574313 | Zig:24   | Killed a juggernaut
574345 | Zig:24   | Got a flickering ivory ring
574347 | Zig:24   | Identified the ring of Vehumet's Anger {rC+ Stlth-} (You found it on level 24 of a ziggurat)
574375 | Zig:24   | Identified the Papyrus of Envenoming and Enhancements
574383 | Zig:24   | Got a vibrating wooden ring
574384 | Zig:24   | Identified the ring of Xioreimn {+Inv rN+ Str+5 Dex+2} (You found it on level 24 of a ziggurat)
574396 | Zig:24   | Identified the Catalogue of the Burning Oath
574549 | Zig:24   | Got a flickering garnet amulet
574550 | Zig:24   | Identified the amulet of Ikkuv {Reflect rElec rC+ SH+2 Stlth+} (You found it on level 24 of a ziggurat)
574587 | Zig:25   | Entered Level 25 of a ziggurat
574587 | Zig:25   | Noticed a juggernaut
574587 | Zig:25   | Noticed a juggernaut
574587 | Zig:25   | Noticed a juggernaut
574587 | Zig:25   | Noticed a juggernaut
574589 | Zig:25   | Noticed a juggernaut
574590 | Zig:25   | Noticed a juggernaut
574591 | Zig:25   | Killed a juggernaut
574591 | Zig:25   | Killed a juggernaut
574591 | Zig:25   | Killed a juggernaut
574591 | Zig:25   | Killed a juggernaut
574591 | Zig:25   | Killed a juggernaut
574591 | Zig:25   | Killed a juggernaut
574592 | Zig:25   | Noticed a juggernaut
574594 | Zig:25   | Noticed a juggernaut
574595 | Zig:25   | Noticed a juggernaut
574595 | Zig:25   | Noticed a juggernaut
574595 | Zig:25   | Noticed a juggernaut
574597 | Zig:25   | Noticed a juggernaut
574597 | Zig:25   | Killed a juggernaut
574597 | Zig:25   | Killed a juggernaut
574597 | Zig:25   | Killed a juggernaut
574597 | Zig:25   | Killed a juggernaut
574597 | Zig:25   | Killed a juggernaut
574598 | Zig:25   | Noticed a juggernaut
574598 | Zig:25   | Noticed a juggernaut
574599 | Zig:25   | Noticed a juggernaut
574599 | Zig:25   | Noticed a juggernaut
574599 | Zig:25   | Noticed a juggernaut
574600 | Zig:25   | Noticed a juggernaut
574600 | Zig:25   | Noticed a juggernaut
574600 | Zig:25   | Noticed a juggernaut
574600 | Zig:25   | Noticed a juggernaut
574601 | Zig:25   | Noticed a juggernaut
574602 | Zig:25   | Noticed a juggernaut
574603 | Zig:25   | Noticed a juggernaut
574603 | Zig:25   | Noticed a juggernaut
574604 | Zig:25   | Noticed a juggernaut
574605 | Zig:25   | Killed a juggernaut
574605 | Zig:25   | Killed a juggernaut
574605 | Zig:25   | Killed a juggernaut
574605 | Zig:25   | Killed a juggernaut
574605 | Zig:25   | Killed a juggernaut
574605 | Zig:25   | Killed a juggernaut
574605 | Zig:25   | Killed a juggernaut
574605 | Zig:25   | Killed a juggernaut
574605 | Zig:25   | Killed a juggernaut
574605 | Zig:25   | Killed a juggernaut
574605 | Zig:25   | Killed a juggernaut
574605 | Zig:25   | Killed a juggernaut
574605 | Zig:25   | Killed a juggernaut
574605 | Zig:25   | Killed a juggernaut
574606 | Zig:25   | Noticed a juggernaut
574606 | Zig:25   | Noticed a juggernaut
574606 | Zig:25   | Noticed a juggernaut
574606 | Zig:25   | Noticed a juggernaut
574606 | Zig:25   | Noticed a juggernaut
574607 | Zig:25   | Noticed a juggernaut
574607 | Zig:25   | Noticed a juggernaut
574607 | Zig:25   | Noticed a juggernaut
574607 | Zig:25   | Noticed a juggernaut
574608 | Zig:25   | Noticed a juggernaut
574610 | Zig:25   | Noticed a juggernaut
574610 | Zig:25   | Noticed a juggernaut
574612 | Zig:25   | Killed a juggernaut
574612 | Zig:25   | Killed a juggernaut
574612 | Zig:25   | Killed a juggernaut
574612 | Zig:25   | Killed a juggernaut
574612 | Zig:25   | Killed a juggernaut
574612 | Zig:25   | Killed a juggernaut
574612 | Zig:25   | Killed a juggernaut
574612 | Zig:25   | Killed a juggernaut
574612 | Zig:25   | Killed a juggernaut
574612 | Zig:25   | Killed a juggernaut
574612 | Zig:25   | Killed a juggernaut
574612 | Zig:25   | Killed a juggernaut
574613 | Zig:25   | Noticed a juggernaut
574613 | Zig:25   | Noticed a juggernaut
574613 | Zig:25   | Noticed a juggernaut
574613 | Zig:25   | Noticed a juggernaut
574614 | Zig:25   | Noticed a juggernaut
574614 | Zig:25   | Noticed a juggernaut
574614 | Zig:25   | Noticed a juggernaut
574614 | Zig:25   | Noticed a juggernaut
574614 | Zig:25   | Noticed a juggernaut
574617 | Zig:25   | Noticed a juggernaut
574623 | Zig:25   | Killed a juggernaut
574623 | Zig:25   | Killed a juggernaut
574623 | Zig:25   | Killed a juggernaut
574623 | Zig:25   | Killed a juggernaut
574623 | Zig:25   | Killed a juggernaut
574623 | Zig:25   | Killed a juggernaut
574623 | Zig:25   | Killed a juggernaut
574623 | Zig:25   | Killed a juggernaut
574623 | Zig:25   | Killed a juggernaut
574623 | Zig:25   | Killed a juggernaut
574624 | Zig:25   | Noticed a juggernaut
574624 | Zig:25   | Noticed a juggernaut
574624 | Zig:25   | Noticed a juggernaut
574626 | Zig:25   | Noticed a juggernaut
574627 | Zig:25   | Noticed a juggernaut
574629 | Zig:25   | Killed a juggernaut
574629 | Zig:25   | Killed a juggernaut
574629 | Zig:25   | Killed a juggernaut
574629 | Zig:25   | Killed a juggernaut
574630 | Zig:25   | Noticed a juggernaut
574638 | Zig:25   | Killed a juggernaut
574638 | Zig:25   | Killed a juggernaut
574638 | Zig:25   | Killed a juggernaut
574662 | Zig:25   | Got a steaming brass ring
574664 | Zig:25   | Identified the ring "Fomis" {Int+4 Dex+4 Stlth-} (You found it on level 25 of a ziggurat)
574672 | Zig:25   | Got a crude bronze ring
574673 | Zig:25   | Identified the ring of Kolyusuc {*Slow rN+ EV+3 Str+2 SInv} (You found it on level 25 of a ziggurat)
574697 | Zig:25   | Got a warped lapis lazuli ring
574698 | Zig:25   | Identified the cursed ring "Feunamoe" {rElec Str-6 Int-2 Dex+5} (You found it on level 25 of a ziggurat)
574707 | Zig:25   | Identified the Reference Book on Ashen Boosts
574711 | Zig:25   | Got a steaming bronze ring
574712 | Zig:25   | Identified the ring of the Ban {MP+9 Int+2 SInv Stlth+} (You found it on level 25 of a ziggurat)
574728 | Zig:25   | Got a glittering bone ring
574729 | Zig:25   | Identified the ring "Punyor Yggo" {*Tele +Inv Stlth+} (You found it on level 25 of a ziggurat)
574741 | Zig:25   | Got a smoking copper amulet
574742 | Zig:25   | Identified the amulet "Zerowo Macke" {+Rage Int+2} (You found it on level 25 of a ziggurat)
574770 | Zig:25   | Got a clouded pewter amulet
574771 | Zig:25   | Identified the amulet of Kindness {Reflect rF- MP+9 Str+6 SH+2} (You found it on level 25 of a ziggurat)
574906 | Zig:25   | Got an ancient lapis lazuli ring
574907 | Zig:25   | Identified the ring of Gyluraih {rPois rN+} (You found it on level 25 of a ziggurat)
574947 | Zig:26   | Entered Level 26 of a ziggurat
575007 | Zig:26   | Identified the Handbook of Conjuration and Envenoming
575009 | Zig:26   | Got a crude amber ring
575011 | Zig:26   | Identified the ring of Xyehoche {*Contam rPois rC- MR+ Int+7} (You found it on level 26 of a ziggurat)
575015 | Zig:26   | Identified the cursed +0 hat of the Wary Beggars {Dex+4} (You found it on level 26 of a ziggurat)
575021 | Zig:26   | Got a faintly glowing steel ring
575022 | Zig:26   | Identified the ring "Miongar" {Ice Str+2 Int+4} (You found it on level 26 of a ziggurat)
575030 | Zig:26   | Got a steaming pewter amulet
575031 | Zig:26   | Identified the amulet "Afoekit" {RegenMP Int+4} (You found it on level 26 of a ziggurat)
575118 | Zig:26   | Identified the Guide on the Warped Frostbite
575163 | Zig:26   | Got a wavering ivory ring
575164 | Zig:26   | Identified the cursed ring of Kuqymn {rN+ EV-3} (You found it on level 26 of a ziggurat)
575207 | Zig:26   | Identified the +1 pair of boots of Omission {-Tele rElec rF+ MR+} (You found it on level 26 of a ziggurat)
575213 | Zig:26   | Identified the +10 demon whip of Outrage {flame, Str+4} (You found it on level 26 of a ziggurat)
575254 | Zig:27   | Entered Level 27 of a ziggurat
575329 | Zig:27   | Got a wavering pewter ring
575331 | Zig:27   | Identified the ring of Aliotz {Wiz *Contam rElec Int+6 Dex+2} (You found it on level 27 of a ziggurat)
575345 | Zig:27   | Got a fine lead ring
575346 | Zig:27   | Identified the ring "Reontug" {*Corrode +Fly rPois AC+2 Dex-4} (You found it on level 27 of a ziggurat)
575366 | Zig:27   | Got a coiled diamond amulet
575367 | Zig:27   | Identified the amulet "Hyngeet" {Gourm rF+ Dex+2} (You found it on level 27 of a ziggurat)
575384 | Zig:27   | Got a scorched iron ring
575385 | Zig:27   | Identified the ring of Starshine {+Inv MP+9} (You found it on level 27 of a ziggurat)
575396 | Zig:27   | Got a bound ivory ring
575397 | Zig:27   | Identified the cursed ring "Foizxecs" {Str+5 Slay-2} (You found it on level 27 of a ziggurat)
575405 | Zig:27   | Got a heavily runed glass ring
575406 | Zig:27   | Identified the ring "Eshe" {rElec SInv} (You found it on level 27 of a ziggurat)
575525 | Zig:27   | Identified the +2 pair of boots of Morality {*Corrode MR+ Dex+6} (You found it on level 27 of a ziggurat)
575530 | Zig:27   | Identified the +5 fire dragon scales "Wappinus" {rF++ rC- MR+++ Str-3 Slay+4 Stlth+} (You found it on level 27 of a ziggurat)
575643 | Depths:2 | Identified the +0 pair of boots of Qiem Hil {rPois MR+ Slay+3} (You acquired it on level 2 of the Depths)
575644 | Depths:2 | Identified the +1 crystal plate armour "Koallinu" {rCorr Str+3 Slay-4} (You acquired it on level 2 of the Depths)
575645 | Depths:2 | Identified the +1 hat "Woetenk" {MR+} (You acquired it on level 2 of the Depths)
575646 | Depths:2 | Got a polished shield
575646 | Depths:2 | Got a translucent chain mail
575690 | Zig:1    | Entered Level 1 of a ziggurat
575690 | Zig:1    | Noticed a juggernaut
575690 | Zig:1    | Noticed a juggernaut
575690 | Zig:1    | Noticed a juggernaut
575690 | Zig:1    | Noticed a juggernaut
575690 | Zig:1    | Noticed a juggernaut
575693 | Zig:1    | Noticed a juggernaut
575695 | Zig:1    | Killed a juggernaut
575695 | Zig:1    | Killed a juggernaut
575702 | Zig:1    | Killed a juggernaut
575703 | Zig:1    | Killed a juggernaut
575703 | Zig:1    | Killed a juggernaut
575703 | Zig:1    | Killed a juggernaut
575762 | Zig:2    | Entered Level 2 of a ziggurat
575762 | Zig:2    | Noticed Uquoggum the pandemonium lord
575762 | Zig:2    | Noticed Amam the pandemonium lord
575762 | Zig:2    | Noticed Woxom the pandemonium lord
575762 | Zig:2    | Noticed Vomiw the pandemonium lord
575762 | Zig:2    | Noticed Dacres the pandemonium lord
575762 | Zig:2    | Noticed Nempayxt the pandemonium lord
575762 | Zig:2    | Noticed Quujorch the pandemonium lord
575762 | Zig:2    | Noticed Xorrux the pandemonium lord
575762 | Zig:2    | Noticed Gaam the pandemonium lord
575762 | Zig:2    | Noticed Weusaqix the pandemonium lord
575762 | Zig:2    | Noticed Fammaoto the pandemonium lord
575762 | Zig:2    | Noticed Poin the pandemonium lord
575762 | Zig:2    | Noticed Batix Tuxas the pandemonium lord
575762 | Zig:2    | Noticed Mamem the pandemonium lord
575762 | Zig:2    | Noticed Gaguxt the pandemonium lord
575762 | Zig:2    | Noticed Wudufil the pandemonium lord
575762 | Zig:2    | Noticed Puta Qydghaow the pandemonium lord
575762 | Zig:2    | Noticed Ydareeg the pandemonium lord
575762 | Zig:2    | Noticed Waimo the pandemonium lord
575762 | Zig:2    | Noticed Guyzxinn the pandemonium lord
575762 | Zig:2    | Noticed Kapnoulo the pandemonium lord
575762 | Zig:2    | Noticed Annip the pandemonium lord
575762 | Zig:2    | Noticed Zoteaxok the pandemonium lord
575762 | Zig:2    | Noticed Damobb the pandemonium lord
575762 | Zig:2    | Noticed Siqawnya the pandemonium lord
575762 | Zig:2    | Noticed Eruqom the pandemonium lord
575762 | Zig:2    | Noticed Yzol the pandemonium lord
575762 | Zig:2    | Noticed Miops the pandemonium lord
575762 | Zig:2    | Noticed Lona the pandemonium lord
575762 | Zig:2    | Noticed Lithagy the pandemonium lord
575762 | Zig:2    | Noticed Besong the pandemonium lord
575764 | Zig:2    | Noticed Derets the pandemonium lord
575765 | Zig:2    | Killed Zoteaxok the pandemonium lord
575768 | Zig:2    | Noticed Ozis Ato the pandemonium lord
575768 | Zig:2    | Noticed Namu the pandemonium lord
575768 | Zig:2    | Killed Eruqom the pandemonium lord
575769 | Zig:2    | Noticed Xabuesyi the pandemonium lord
575769 | Zig:2    | Killed Guyzxinn the pandemonium lord
575769 | Zig:2    | Killed Lona the pandemonium lord
575769 | Zig:2    | Killed Ydareeg the pandemonium lord
575770 | Zig:2    | Noticed Igicokeg the pandemonium lord
575770 | Zig:2    | Noticed Niadurij the pandemonium lord
575770 | Zig:2    | Killed Yzol the pandemonium lord
575770 | Zig:2    | Killed Lithagy the pandemonium lord
575770 | Zig:2    | Killed Mamem the pandemonium lord
575772 | Zig:2    | Noticed Nouf the pandemonium lord
575772 | Zig:2    | Killed Gaam the pandemonium lord
575772 | Zig:2    | Killed Kapnoulo the pandemonium lord
575773 | Zig:2    | Noticed Gaof the pandemonium lord
575774 | Zig:2    | Killed Wudufil the pandemonium lord
575774 | Zig:2    | Killed Gaof the pandemonium lord
575774 | Zig:2    | Killed Miops the pandemonium lord
575774 | Zig:2    | Killed Puta Qydghaow the pandemonium lord
575774 | Zig:2    | Killed Quujorch the pandemonium lord
575774 | Zig:2    | Killed Annip the pandemonium lord
575774 | Zig:2    | Killed Waimo the pandemonium lord
575774 | Zig:2    | Killed Weusaqix the pandemonium lord
575774 | Zig:2    | Killed Siqawnya the pandemonium lord
575774 | Zig:2    | Killed Namu the pandemonium lord
575774 | Zig:2    | Killed Gaguxt the pandemonium lord
575774 | Zig:2    | Killed Vomiw the pandemonium lord
575774 | Zig:2    | Killed Besong the pandemonium lord
575774 | Zig:2    | Killed Ozis Ato the pandemonium lord
575775 | Zig:2    | Noticed Banni the pandemonium lord
575777 | Zig:2    | Killed Derets the pandemonium lord
575777 | Zig:2    | Killed Xabuesyi the pandemonium lord
575777 | Zig:2    | Killed Nempayxt the pandemonium lord
575777 | Zig:2    | Killed Nouf the pandemonium lord
575777 | Zig:2    | Killed Amam the pandemonium lord
575777 | Zig:2    | Killed Niadurij the pandemonium lord
575778 | Zig:2    | Noticed Hukif the pandemonium lord
575778 | Zig:2    | Noticed Hanwair the pandemonium lord
575778 | Zig:2    | Killed Woxom the pandemonium lord
575778 | Zig:2    | Killed Xorrux the pandemonium lord
575778 | Zig:2    | Killed Fammaoto the pandemonium lord
575778 | Zig:2    | Killed Dacres the pandemonium lord
575779 | Zig:2    | Killed Batix Tuxas the pandemonium lord
575779 | Zig:2    | Killed Igicokeg the pandemonium lord
575779 | Zig:2    | Killed Poin the pandemonium lord
575779 | Zig:2    | Killed Damobb the pandemonium lord
575783 | Zig:2    | Killed Hukif the pandemonium lord
575783 | Zig:2    | Killed Hanwair the pandemonium lord
575784 | Zig:2    | Noticed Ataeh the pandemonium lord
575784 | Zig:2    | Killed Cakun the pandemonium lord
575784 | Zig:2    | Killed Uquoggum the pandemonium lord
575787 | Zig:2    | Killed Rogegoll the pandemonium lord
575788 | Zig:2    | Killed Misauk the pandemonium lord
575788 | Zig:2    | Killed Banni the pandemonium lord
575788 | Zig:2    | Killed Ataeh the pandemonium lord
576063 | Zig:2    | Identified the cursed +0 pair of boots "Lirgh" {MR- Regen+ Dex+4} (You found it on level 2 of a ziggurat)
576075 | Zig:3    | Entered Level 3 of a ziggurat
576075 | Zig:3    | Noticed a greater mummy
576075 | Zig:3    | Noticed a greater mummy
576075 | Zig:3    | Noticed a greater mummy
576075 | Zig:3    | Noticed a greater mummy
576075 | Zig:3    | Noticed a greater mummy
576075 | Zig:3    | Noticed a greater mummy
576076 | Zig:3    | Noticed a greater mummy
576077 | Zig:3    | Noticed a greater mummy
576077 | Zig:3    | Killed a greater mummy
576077 | Zig:3    | Killed a greater mummy
576079 | Zig:3    | Killed a greater mummy
576079 | Zig:3    | Killed a greater mummy
576079 | Zig:3    | Killed a greater mummy
576080 | Zig:3    | Killed a greater mummy
576080 | Zig:3    | Killed a greater mummy
576082 | Zig:3    | Noticed a greater mummy
576082 | Zig:3    | Noticed a greater mummy
576082 | Zig:3    | Noticed a greater mummy
576083 | Zig:3    | Noticed a greater mummy
576083 | Zig:3    | Noticed a greater mummy
576083 | Zig:3    | Killed a greater mummy
576088 | Zig:3    | Killed a greater mummy
576090 | Zig:3    | Killed a greater mummy
576090 | Zig:3    | Killed a greater mummy
576090 | Zig:3    | Killed a greater mummy
576091 | Zig:3    | Killed a greater mummy
576134 | Zig:4    | Entered Level 4 of a ziggurat
576225 | Zig:5    | Entered Level 5 of a ziggurat
576248 | Zig:5    | Identified the cursed -4 pair of boots of Nafeen {rC+ Dex+4} (You found it on level 5 of a ziggurat)
576283 | Zig:6    | Entered Level 6 of a ziggurat
576352 | Zig:6    | Got a flickering marble ring
576354 | Zig:6    | Identified the ring of Muapnodu {MR+ Str+3 Int+4} (You found it on level 6 of a ziggurat)
576419 | Zig:7    | Entered Level 7 of a ziggurat
576574 | Zig:8    | Entered Level 8 of a ziggurat
576627 | Zig:8    | Got a bound bone ring
576629 | Zig:8    | Identified the ring of Pantheism {+Fly Str-2 Int+4 Slay+3} (You found it on level 8 of a ziggurat)
576711 | Zig:9    | Entered Level 9 of a ziggurat
576748 | Zig:9    | Got a brightly glowing jade amulet
576749 | Zig:9    | Identified the amulet "Baluuf" {Inacc Int+4} (You found it on level 9 of a ziggurat)
576757 | Zig:9    | Identified the Guide on Unholy Fire
576761 | Zig:9    | Got an ancient iron ring
576763 | Zig:9    | Identified the ring "Wokoesh" {Int+3 SInv Stlth-} (You found it on level 9 of a ziggurat)
576820 | Zig:10   | Entered Level 10 of a ziggurat
576856 | Zig:10   | Got a transparent ivory amulet
576857 | Zig:10   | Identified the amulet "Agoga" {Faith +Blink rElec Int+2 Dex+6} (You found it on level 10 of a ziggurat)
576999 | Zig:10   | Identified the cursed +0 pair of gloves of Ysisi {+Fly Regen+} (You found it on level 10 of a ziggurat)
577026 | Zig:11   | Entered Level 11 of a ziggurat
577026 | Zig:11   | Noticed Linga the pandemonium lord
577026 | Zig:11   | Noticed Ijiruir the pandemonium lord
577026 | Zig:11   | Noticed Nukau the pandemonium lord
577026 | Zig:11   | Noticed Baid the pandemonium lord
577026 | Zig:11   | Noticed Xytuesot the pandemonium lord
577026 | Zig:11   | Noticed Fisuul the pandemonium lord
577026 | Zig:11   | Noticed Xod Fucs the pandemonium lord
577026 | Zig:11   | Noticed Puriofie the pandemonium lord
577026 | Zig:11   | Noticed Vetteug the pandemonium lord
577026 | Zig:11   | Noticed Wanigh the pandemonium lord
577026 | Zig:11   | Noticed Cuanoy the pandemonium lord
577026 | Zig:11   | Noticed Piraq the pandemonium lord
577026 | Zig:11   | Noticed Fixzexo the pandemonium lord
577026 | Zig:11   | Noticed Besoukk the pandemonium lord
577026 | Zig:11   | Noticed Duagag the pandemonium lord
577026 | Zig:11   | Noticed Diadyak the pandemonium lord
577026 | Zig:11   | Noticed Ynufen the pandemonium lord
577026 | Zig:11   | Noticed Edot the pandemonium lord
577026 | Zig:11   | Noticed Ymneam the pandemonium lord
577026 | Zig:11   | Noticed Ekha the pandemonium lord
577026 | Zig:11   | Noticed Hoafan the pandemonium lord
577026 | Zig:11   | Noticed Otiheischoo the pandemonium lord
577026 | Zig:11   | Noticed Nuwnuirr the pandemonium lord
577026 | Zig:11   | Noticed Hyinysut the pandemonium lord
577026 | Zig:11   | Noticed Koir the pandemonium lord
577026 | Zig:11   | Noticed Amiupuh the pandemonium lord
577026 | Zig:11   | Noticed Jell the pandemonium lord
577026 | Zig:11   | Noticed Renerph the pandemonium lord
577026 | Zig:11   | Noticed Ubacyri the pandemonium lord
577026 | Zig:11   | Noticed Qyizinah the pandemonium lord
577026 | Zig:11   | Noticed Kebuf the pandemonium lord
577026 | Zig:11   | Noticed Mistriori the pandemonium lord
577026 | Zig:11   | Noticed Geleul the pandemonium lord
577026 | Zig:11   | Noticed Gezu the pandemonium lord
577026 | Zig:11   | Noticed Irutweor the pandemonium lord
577026 | Zig:11   | Noticed Xeohilat the pandemonium lord
577026 | Zig:11   | Noticed Cosua the pandemonium lord
577026 | Zig:11   | Noticed Uduluc the pandemonium lord
577026 | Zig:11   | Noticed Jigagi the pandemonium lord
577026 | Zig:11   | Noticed Anonacwa the pandemonium lord
577026 | Zig:11   | Noticed Enuetahy the pandemonium lord
577027 | Zig:11   | Killed Anonacwa the pandemonium lord
577028 | Zig:11   | Noticed Fogion the pandemonium lord
577028 | Zig:11   | Noticed Busy the pandemonium lord
577028 | Zig:11   | Noticed Fimpuj the pandemonium lord
577028 | Zig:11   | Noticed Baullada the pandemonium lord
577030 | Zig:11   | Killed Koir the pandemonium lord
577030 | Zig:11   | Killed Uduluc the pandemonium lord
577030 | Zig:11   | Killed Duagag the pandemonium lord
577030 | Zig:11   | Killed Cosua the pandemonium lord
577030 | Zig:11   | Killed Vetteug the pandemonium lord
577030 | Zig:11   | Killed Nuwnuirr the pandemonium lord
577031 | Zig:11   | Killed Wanigh the pandemonium lord
577032 | Zig:11   | Noticed Zapis the pandemonium lord
577032 | Zig:11   | Killed Geleul the pandemonium lord
577032 | Zig:11   | Killed Ymneam the pandemonium lord
577032 | Zig:11   | Killed Ynufen the pandemonium lord
577032 | Zig:11   | Killed Kebuf the pandemonium lord
577032 | Zig:11   | Killed Fixzexo the pandemonium lord
577033 | Zig:11   | Noticed Ezoy the pandemonium lord
577033 | Zig:11   | Noticed Lonitao the pandemonium lord
577033 | Zig:11   | Killed Fogion the pandemonium lord
577033 | Zig:11   | Killed Piraq the pandemonium lord
577034 | Zig:11   | Noticed Dewnahu the pandemonium lord
577034 | Zig:11   | Noticed Sutovet the pandemonium lord
577034 | Zig:11   | Noticed Zesib the pandemonium lord
577034 | Zig:11   | Killed Puriofie the pandemonium lord
577035 | Zig:11   | Noticed Waoxzel the pandemonium lord
577035 | Zig:11   | Noticed Sofuduco the pandemonium lord
577036 | Zig:11   | Noticed Hurinud the pandemonium lord
577036 | Zig:11   | Killed Ijiruir the pandemonium lord
577036 | Zig:11   | Killed Diadyak the pandemonium lord
577036 | Zig:11   | Killed Ekha the pandemonium lord
577036 | Zig:11   | Killed Ubacyri the pandemonium lord
577036 | Zig:11   | Killed Xeohilat the pandemonium lord
577036 | Zig:11   | Killed Jigagi the pandemonium lord
577036 | Zig:11   | Killed Besoukk the pandemonium lord
577036 | Zig:11   | Killed Cuanoy the pandemonium lord
577037 | Zig:11   | Noticed Rugith the pandemonium lord
577037 | Zig:11   | Noticed Mujeanant the pandemonium lord
577037 | Zig:11   | Killed Sofuduco the pandemonium lord
577037 | Zig:11   | Killed Sutovet the pandemonium lord
577037 | Zig:11   | Killed Hyinysut the pandemonium lord
577037 | Zig:11   | Killed Qyizinah the pandemonium lord
577037 | Zig:11   | Killed Xod Fucs the pandemonium lord
577038 | Zig:11   | Noticed Vewk the pandemonium lord
577040 | Zig:11   | Noticed Haireoce the pandemonium lord
577041 | Zig:11   | Killed Hurinud the pandemonium lord
577041 | Zig:11   | Killed Amiupuh the pandemonium lord
577041 | Zig:11   | Killed Zapis the pandemonium lord
577041 | Zig:11   | Killed Hoafan the pandemonium lord
577042 | Zig:11   | Noticed Dureal the pandemonium lord
577042 | Zig:11   | Noticed Woanucw the pandemonium lord
577042 | Zig:11   | Noticed Gucw the pandemonium lord
577042 | Zig:11   | Killed Gezu the pandemonium lord
577042 | Zig:11   | Killed Haireoce the pandemonium lord
577042 | Zig:11   | Killed Irutweor the pandemonium lord
577042 | Zig:11   | Killed Renerph the pandemonium lord
577042 | Zig:11   | Killed Linga the pandemonium lord
577042 | Zig:11   | Killed Waoxzel the pandemonium lord
577042 | Zig:11   | Killed Edot the pandemonium lord
577043 | Zig:11   | Killed Jell the pandemonium lord
577043 | Zig:11   | Killed Rugith the pandemonium lord
577044 | Zig:11   | Noticed Humoteo the pandemonium lord
577044 | Zig:11   | Noticed Falixun the pandemonium lord
577044 | Zig:11   | Noticed Muriuc the pandemonium lord
577044 | Zig:11   | Killed Lonitao the pandemonium lord
577045 | Zig:11   | Noticed Xeinob the pandemonium lord
577045 | Zig:11   | Noticed Zunkul Wixe the pandemonium lord
577045 | Zig:11   | Killed Zesib the pandemonium lord
577046 | Zig:11   | Noticed Hizoac the pandemonium lord
577046 | Zig:11   | Noticed Naty the pandemonium lord
577046 | Zig:11   | Noticed Jaqoinef the pandemonium lord
577046 | Zig:11   | Killed Nukau the pandemonium lord
577046 | Zig:11   | Killed Xytuesot the pandemonium lord
577046 | Zig:11   | Killed Baid the pandemonium lord
577046 | Zig:11   | Killed Mistriori the pandemonium lord
577047 | Zig:11   | Noticed Veddo the pandemonium lord
577047 | Zig:11   | Noticed Otung the pandemonium lord
577047 | Zig:11   | Killed Busy the pandemonium lord
577047 | Zig:11   | Killed Ezoy the pandemonium lord
577048 | Zig:11   | Noticed Omi Warr the pandemonium lord
577048 | Zig:11   | Killed Woanucw the pandemonium lord
577048 | Zig:11   | Killed Dureal the pandemonium lord
577048 | Zig:11   | Killed Naty the pandemonium lord
577049 | Zig:11   | Noticed Emuliumn the pandemonium lord
577049 | Zig:11   | Noticed Deokk the pandemonium lord
577050 | Zig:11   | Noticed Upneoq Zeuh the pandemonium lord
577050 | Zig:11   | Killed Baullada the pandemonium lord
577050 | Zig:11   | Killed Xeinob the pandemonium lord
577051 | Zig:11   | Killed Fimpuj the pandemonium lord
577053 | Zig:11   | Noticed Jazxo the pandemonium lord
577055 | Zig:11   | Killed Deokk the pandemonium lord
577056 | Zig:11   | Noticed Coahadd the pandemonium lord
577057 | Zig:11   | Noticed Bawir the pandemonium lord
577058 | Zig:11   | Noticed Vedusoos the pandemonium lord
577058 | Zig:11   | Noticed Xiehuc the pandemonium lord
577058 | Zig:11   | Noticed Alenust the pandemonium lord
577058 | Zig:11   | Noticed Dogup the pandemonium lord
577058 | Zig:11   | Noticed Gakhoyq the pandemonium lord
577058 | Zig:11   | Noticed Ickudwol the pandemonium lord
577058 | Zig:11   | Noticed Couteplo the pandemonium lord
577058 | Zig:11   | Noticed Ket Hiem the pandemonium lord
577058 | Zig:11   | Noticed Erobed Lilef the pandemonium lord
577058 | Zig:11   | Noticed Mat Zon the pandemonium lord
577058 | Zig:11   | Noticed Uweno the pandemonium lord
577058 | Zig:11   | Noticed Kirituva the pandemonium lord
577058 | Zig:11   | Noticed Nakh the pandemonium lord
577058 | Zig:11   | Noticed Citreemu the pandemonium lord
577058 | Zig:11   | Noticed Gixaop the pandemonium lord
577058 | Zig:11   | Noticed Suruggawa the pandemonium lord
577058 | Zig:11   | Noticed Loxodeps the pandemonium lord
577058 | Zig:11   | Noticed Opodah the pandemonium lord
577058 | Zig:11   | Noticed Heevvue the pandemonium lord
577058 | Zig:11   | Noticed Qic Lil the pandemonium lord
577058 | Zig:11   | Noticed Tuakyuf the pandemonium lord
577058 | Zig:11   | Noticed Monu the pandemonium lord
577058 | Zig:11   | Noticed Lunian the pandemonium lord
577062 | Zig:11   | Noticed Kod Cace Adi the pandemonium lord
577063 | Zig:11   | Noticed Ybaeggih the pandemonium lord
577063 | Zig:11   | Noticed Wuvu the pandemonium lord
577065 | Zig:11   | Noticed Joblaoh the pandemonium lord
577065 | Zig:11   | Killed Erobed Lilef the pandemonium lord
577065 | Zig:11   | Killed Uweno the pandemonium lord
577066 | Zig:11   | Killed Mat Zon the pandemonium lord
577066 | Zig:11   | Killed Wuvu the pandemonium lord
577066 | Zig:11   | Killed Alenust the pandemonium lord
577066 | Zig:11   | Killed Kasteu the pandemonium lord
577066 | Zig:11   | Killed Kogiamod the pandemonium lord
577066 | Zig:11   | Killed Citreemu the pandemonium lord
577066 | Zig:11   | Killed Gakhoyq the pandemonium lord
577066 | Zig:11   | Killed Fulebu the pandemonium lord
577067 | Zig:11   | Noticed Gaenycza the pandemonium lord
577067 | Zig:11   | Noticed Qouceb the pandemonium lord
577067 | Zig:11   | Noticed Jinweaq the pandemonium lord
577068 | Zig:11   | Killed Opodah the pandemonium lord
577070 | Zig:11   | Noticed Qeczigeg the pandemonium lord
577070 | Zig:11   | Noticed Heet Ina the pandemonium lord
577070 | Zig:11   | Killed Gaenycza the pandemonium lord
577071 | Zig:11   | Killed Joblaoh the pandemonium lord
577072 | Zig:11   | Noticed Myucra the pandemonium lord
577072 | Zig:11   | Noticed Ycha the pandemonium lord
577072 | Zig:11   | Noticed Qecwavi the pandemonium lord
577072 | Zig:11   | Killed Dogup the pandemonium lord
577073 | Zig:11   | Killed Myucra the pandemonium lord
577073 | Zig:11   | Killed Jinweaq the pandemonium lord
577073 | Zig:11   | Killed Qeczigeg the pandemonium lord
577073 | Zig:11   | Killed Couteplo the pandemonium lord
577073 | Zig:11   | Killed Xiehuc the pandemonium lord
577073 | Zig:11   | Killed Ycha the pandemonium lord
577073 | Zig:11   | Killed Lunian the pandemonium lord
577073 | Zig:11   | Killed Kod Cace Adi the pandemonium lord
577073 | Zig:11   | Killed Ybaeggih the pandemonium lord
577073 | Zig:11   | Killed Qecwavi the pandemonium lord
577073 | Zig:11   | Killed Suruggawa the pandemonium lord
577073 | Zig:11   | Killed Heet Ina the pandemonium lord
577075 | Zig:11   | Noticed Tuqelis the pandemonium lord
577075 | Zig:11   | Noticed Cuewuof the pandemonium lord
577075 | Zig:11   | Noticed Lyang the pandemonium lord
577076 | Zig:11   | Noticed Kenezyda the pandemonium lord
577076 | Zig:11   | Noticed Arinic the pandemonium lord
577076 | Zig:11   | Killed Vedusoos the pandemonium lord
577077 | Zig:11   | Noticed Lenayll the pandemonium lord
577078 | Zig:11   | Noticed Qulinwam the pandemonium lord
577078 | Zig:11   | Noticed Ucuheicuyf the pandemonium lord
577078 | Zig:11   | Noticed Rofieh the pandemonium lord
577078 | Zig:11   | Killed Loxodeps the pandemonium lord
577079 | Zig:11   | Noticed Josticy the pandemonium lord
577080 | Zig:11   | Noticed Lasuicuv the pandemonium lord
577080 | Zig:11   | Noticed Gauhemun the pandemonium lord
577080 | Zig:11   | Noticed Kicvykhiklil the pandemonium lord
577081 | Zig:11   | Killed Humoteo the pandemonium lord
577081 | Zig:11   | Killed Gixaop the pandemonium lord
577081 | Zig:11   | Killed Ket Hiem the pandemonium lord
577081 | Zig:11   | Killed Lasuicuv the pandemonium lord
577081 | Zig:11   | Killed Gucw the pandemonium lord
577081 | Zig:11   | Killed Qulinwam the pandemonium lord
577081 | Zig:11   | Killed Ickudwol the pandemonium lord
577081 | Zig:11   | Killed Kirituva the pandemonium lord
577082 | Zig:11   | Noticed Vomnom the pandemonium lord
577082 | Zig:11   | Killed Arinic the pandemonium lord
577082 | Zig:11   | Killed Kicvykhiklil the pandemonium lord
577082 | Zig:11   | Killed Tuqelis the pandemonium lord
577082 | Zig:11   | Killed Kenezyda the pandemonium lord
577083 | Zig:11   | Noticed Lanesh the pandemonium lord
577084 | Zig:11   | Noticed Dannet the pandemonium lord
577084 | Zig:11   | Noticed Okeyczasow the pandemonium lord
577085 | Zig:11   | Noticed Erhu the pandemonium lord
577086 | Zig:11   | Killed Jazxo the pandemonium lord
577086 | Zig:11   | Killed Hizoac the pandemonium lord
577086 | Zig:11   | Killed Josticy the pandemonium lord
577086 | Zig:11   | Killed Lanesh the pandemonium lord
577086 | Zig:11   | Killed Dueliutt the pandemonium lord
577086 | Zig:11   | Killed Dannet the pandemonium lord
577086 | Zig:11   | Killed Muriuc the pandemonium lord
577086 | Zig:11   | Killed Otiheischoo the pandemonium lord
577087 | Zig:11   | Noticed Heschilise the pandemonium lord
577088 | Zig:11   | Noticed Oroupeom the pandemonium lord
577088 | Zig:11   | Noticed Ivutah the pandemonium lord
577088 | Zig:11   | Noticed Ryigguesuo the pandemonium lord
577088 | Zig:11   | Noticed Buch the pandemonium lord
577088 | Zig:11   | Noticed Guneushri the pandemonium lord
577088 | Zig:11   | Noticed Ufocaipakk the pandemonium lord
577088 | Zig:11   | Noticed Ewott the pandemonium lord
577088 | Zig:11   | Noticed Joextaqa the pandemonium lord
577088 | Zig:11   | Noticed Toqeh the pandemonium lord
577089 | Zig:11   | Noticed Woarao the pandemonium lord
577092 | Zig:11   | Killed Ucuheicuyf the pandemonium lord
577092 | Zig:11   | Killed Erhu the pandemonium lord
577092 | Zig:11   | Killed Lyang the pandemonium lord
577092 | Zig:11   | Killed Gauhemun the pandemonium lord
577092 | Zig:11   | Killed Bawir the pandemonium lord
577092 | Zig:11   | Killed Tuakyuf the pandemonium lord
577092 | Zig:11   | Killed Monu the pandemonium lord
577093 | Zig:11   | Killed Guneushri the pandemonium lord
577094 | Zig:11   | Killed Veddo the pandemonium lord
577095 | Zig:11   | Killed Lenayll the pandemonium lord
577096 | Zig:11   | Killed Okeyczasow the pandemonium lord
577096 | Zig:11   | Killed Cuewuof the pandemonium lord
577096 | Zig:11   | Killed Qouceb the pandemonium lord
577096 | Zig:11   | Killed Ivutah the pandemonium lord
577096 | Zig:11   | Killed Joextaqa the pandemonium lord
577097 | Zig:11   | Killed Upneoq Zeuh the pandemonium lord
577097 | Zig:11   | Killed Vomnom the pandemonium lord
577097 | Zig:11   | Killed Falixun the pandemonium lord
577097 | Zig:11   | Killed Ufocaipakk the pandemonium lord
577097 | Zig:11   | Killed Oroupeom the pandemonium lord
577097 | Zig:11   | Killed Emuliumn the pandemonium lord
577097 | Zig:11   | Killed Ryigguesuo the pandemonium lord
577097 | Zig:11   | Killed Heschilise the pandemonium lord
577098 | Zig:11   | Noticed Mergh the pandemonium lord
577098 | Zig:11   | Killed Rofieh the pandemonium lord
577099 | Zig:11   | Killed Mergh the pandemonium lord
577101 | Zig:11   | Noticed Xuxzosa the pandemonium lord
577101 | Zig:11   | Killed Jaqoinef the pandemonium lord
577101 | Zig:11   | Killed Woarao the pandemonium lord
577101 | Zig:11   | Killed Bieck the pandemonium lord
577101 | Zig:11   | Killed Zunkul Wixe the pandemonium lord
577101 | Zig:11   | Killed Mujeanant the pandemonium lord
577103 | Zig:11   | Killed Otung the pandemonium lord
577103 | Zig:11   | Killed Buch the pandemonium lord
577104 | Zig:11   | Noticed Daorphah the pandemonium lord
577104 | Zig:11   | Killed Vewk the pandemonium lord
577104 | Zig:11   | Killed Daorphah the pandemonium lord
577105 | Zig:11   | Noticed Witutuh the pandemonium lord
577107 | Zig:11   | Noticed Qyric the pandemonium lord
577108 | Zig:11   | Killed Enuetahy the pandemonium lord
577108 | Zig:11   | Killed Fisuul the pandemonium lord
577110 | Zig:11   | Killed Ewott the pandemonium lord
577113 | Zig:11   | Noticed Xint the pandemonium lord
577113 | Zig:11   | Killed Toqeh the pandemonium lord
577113 | Zig:11   | Killed Witutuh the pandemonium lord
577114 | Zig:11   | Killed Coahadd the pandemonium lord
577115 | Zig:11   | Noticed Irghymuno the pandemonium lord
577117 | Zig:11   | Killed Nakh the pandemonium lord
577117 | Zig:11   | Killed Qic Lil the pandemonium lord
577118 | Zig:11   | Noticed Wechopi the pandemonium lord
577120 | Zig:11   | Paralysed by a floating eye for 3 turns
577125 | Zig:11   | Killed Xuxzosa the pandemonium lord
577125 | Zig:11   | Killed Irghymuno the pandemonium lord
577125 | Zig:11   | Killed Qyric the pandemonium lord
577126 | Zig:11   | Killed Wechopi the pandemonium lord
577131 | Zig:11   | Killed Xint the pandemonium lord
577131 | Zig:11   | Killed Dewnahu the pandemonium lord
577132 | Zig:11   | Killed Omi Warr the pandemonium lord
577135 | Zig:11   | Killed Heevvue the pandemonium lord
577202 | Zig:11   | Got a flickering jade ring
577204 | Zig:11   | Identified the ring of Salvation {Fire Int-2 Dex+5 Stlth+} (You found it on level 11 of a ziggurat)
577211 | Zig:11   | Got a twitching silver ring
577212 | Zig:11   | Identified the ring "Disocw" {rPois Dex+5} (You found it on level 11 of a ziggurat)
577238 | Zig:12   | Entered Level 12 of a ziggurat
577307 | Zig:12   | Got a warped amber ring
577465 | Zig:12   | Identified Wazuxonn's Incunabulum of Unholy Rituals and the Voyage
577517 | Zig:13   | Entered Level 13 of a ziggurat
577552 | Zig:13   | Identified the cursed +0 pair of boots of This Worked Last Time {rF+ rN+ Regen+ Stlth+} (You found it on level 13 of a ziggurat)
577553 | Zig:13   | Identified the ring "Qapn" {-Tele rF+ rC+ MR+ SInv} (You found it on level 12 of a ziggurat)
577558 | Zig:13   | Got a sparkling tin ring
577560 | Zig:13   | Identified the ring "Oceafis" {rF+ rN++ MR+ Int-3} (You found it on level 13 of a ziggurat)
577713 | Zig:13   | Got a scintillating silver ring
577714 | Zig:13   | Identified the ring "Roenob" {rPois rC+ MP+9 Int+2 SInv} (You found it on level 13 of a ziggurat)
577719 | Zig:13   | Got a glittering zirconium amulet
577720 | Zig:13   | Identified the amulet "Vann" {+Rage +Inv Str+2} (You found it on level 13 of a ziggurat)
577725 | Zig:13   | Identified the cursed +0 fire dragon scales of the King of the Hill {+Fly rF++ rC- MR+ Str-3 SInv} (You found it on level 13 of a ziggurat)
577758 | Zig:14   | Entered Level 14 of a ziggurat
578036 | Zig:15   | Entered Level 15 of a ziggurat
578036 | Zig:15   | Noticed an ancient lich
578036 | Zig:15   | Noticed an ancient lich
578036 | Zig:15   | Noticed an ancient lich
578036 | Zig:15   | Noticed an ancient lich
578036 | Zig:15   | Noticed an ancient lich
578036 | Zig:15   | Noticed an ancient lich
578036 | Zig:15   | Noticed an ancient lich
578036 | Zig:15   | Noticed an ancient lich
578036 | Zig:15   | Noticed an ancient lich
578038 | Zig:15   | Killed an ancient lich
578038 | Zig:15   | Killed an ancient lich
578038 | Zig:15   | Killed an ancient lich
578038 | Zig:15   | Killed an ancient lich
578038 | Zig:15   | Killed an ancient lich
578038 | Zig:15   | Killed an ancient lich
578039 | Zig:15   | Noticed an ancient lich
578040 | Zig:15   | Noticed an ancient lich
578041 | Zig:15   | Noticed an ancient lich
578041 | Zig:15   | Killed an ancient lich
578041 | Zig:15   | Killed an ancient lich
578042 | Zig:15   | Noticed an ancient lich
578042 | Zig:15   | Killed an ancient lich
578043 | Zig:15   | Noticed an ancient lich
578043 | Zig:15   | Noticed an ancient lich
578043 | Zig:15   | Noticed an ancient lich
578043 | Zig:15   | Killed an ancient lich
578043 | Zig:15   | Killed an ancient lich
578044 | Zig:15   | Noticed an ancient lich
578044 | Zig:15   | Noticed an ancient lich
578044 | Zig:15   | Killed an ancient lich
578045 | Zig:15   | Noticed an ancient lich
578045 | Zig:15   | Noticed an ancient lich
578045 | Zig:15   | Noticed an ancient lich
578045 | Zig:15   | Noticed an ancient lich
578046 | Zig:15   | Noticed an ancient lich
578046 | Zig:15   | Noticed an ancient lich
578046 | Zig:15   | Noticed an ancient lich
578047 | Zig:15   | Noticed an ancient lich
578047 | Zig:15   | Noticed an ancient lich
578049 | Zig:15   | Noticed an ancient lich
578049 | Zig:15   | Noticed an ancient lich
578049 | Zig:15   | Killed an ancient lich
578049 | Zig:15   | Killed an ancient lich
578049 | Zig:15   | Killed an ancient lich
578049 | Zig:15   | Killed an ancient lich
578049 | Zig:15   | Killed an ancient lich
578049 | Zig:15   | Killed an ancient lich
578049 | Zig:15   | Killed an ancient lich
578049 | Zig:15   | Killed an ancient lich
578049 | Zig:15   | Killed an ancient lich
578049 | Zig:15   | Killed an ancient lich
578049 | Zig:15   | Killed an ancient lich
578050 | Zig:15   | Noticed an ancient lich
578050 | Zig:15   | Noticed an ancient lich
578052 | Zig:15   | Killed an ancient lich
578052 | Zig:15   | Killed an ancient lich
578052 | Zig:15   | Killed an ancient lich
578054 | Zig:15   | Noticed an ancient lich
578054 | Zig:15   | Killed an ancient lich
578055 | Zig:15   | Noticed an ancient lich
578055 | Zig:15   | Noticed an ancient lich
578055 | Zig:15   | Killed an ancient lich
578055 | Zig:15   | Noticed an ancient lich
578056 | Zig:15   | Noticed an ancient lich
578056 | Zig:15   | Noticed an ancient lich
578056 | Zig:15   | Noticed an ancient lich
578056 | Zig:15   | Noticed an ancient lich
578056 | Zig:15   | Noticed an ancient lich
578056 | Zig:15   | Killed an ancient lich
578056 | Zig:15   | Killed an ancient lich
578057 | Zig:15   | Noticed an ancient lich
578058 | Zig:15   | Noticed an ancient lich
578058 | Zig:15   | Noticed an ancient lich
578058 | Zig:15   | Killed an ancient lich
578058 | Zig:15   | Killed an ancient lich
578058 | Zig:15   | Killed an ancient lich
578058 | Zig:15   | Killed an ancient lich
578058 | Zig:15   | Killed an ancient lich
578058 | Zig:15   | Killed an ancient lich
578058 | Zig:15   | Killed an ancient lich
578058 | Zig:15   | Killed an ancient lich
578058 | Zig:15   | Killed an ancient lich
578058 | Zig:15   | Killed an ancient lich
578058 | Zig:15   | Killed an ancient lich
578059 | Zig:15   | Noticed an ancient lich
578059 | Zig:15   | Noticed an ancient lich
578060 | Zig:15   | Noticed an ancient lich
578060 | Zig:15   | Noticed an ancient lich
578060 | Zig:15   | Noticed an ancient lich
578060 | Zig:15   | Noticed an ancient lich
578060 | Zig:15   | Killed an ancient lich
578060 | Zig:15   | Killed an ancient lich
578060 | Zig:15   | Killed an ancient lich
578060 | Zig:15   | Killed an ancient lich
578060 | Zig:15   | Killed an ancient lich
578061 | Zig:15   | Noticed an ancient lich
578062 | Zig:15   | Noticed an ancient lich
578063 | Zig:15   | Noticed an ancient lich
578063 | Zig:15   | Killed an ancient lich
578064 | Zig:15   | Noticed an ancient lich
578064 | Zig:15   | Noticed an ancient lich
578064 | Zig:15   | Noticed an ancient lich
578064 | Zig:15   | Noticed an ancient lich
578065 | Zig:15   | Killed an ancient lich
578066 | Zig:15   | Noticed an ancient lich
578066 | Zig:15   | Killed an ancient lich
578067 | Zig:15   | Noticed an ancient lich
578068 | Zig:15   | Noticed an ancient lich
578068 | Zig:15   | Killed an ancient lich
578068 | Zig:15   | Killed an ancient lich
578068 | Zig:15   | Killed an ancient lich
578068 | Zig:15   | Killed an ancient lich
578068 | Zig:15   | Killed an ancient lich
578068 | Zig:15   | Killed an ancient lich
578068 | Zig:15   | Killed an ancient lich
578069 | Zig:15   | Killed an ancient lich
578069 | Zig:15   | Killed an ancient lich
578069 | Zig:15   | Killed an ancient lich
578076 | Zig:15   | Noticed an ancient lich
578076 | Zig:15   | Noticed an ancient lich
578080 | Zig:15   | Killed an ancient lich
578080 | Zig:15   | Killed an ancient lich
578090 | Zig:15   | Identified the Handbook of Dusty Summoning
578119 | Zig:15   | Got a shimmering jade ring
578121 | Zig:15   | Identified the ring of Bodily Harmony {rPois Str+7} (You found it on level 15 of a ziggurat)
578126 | Zig:15   | Identified the +1 helmet "Raegor" {Int+3} (You found it on level 15 of a ziggurat)
578132 | Zig:15   | Got a scorched iron ring
578133 | Zig:15   | Identified the ring "Zoacogal" {+Fly rC- MR+ Dex+2} (You found it on level 15 of a ziggurat)
578290 | Zig:16   | Entered Level 16 of a ziggurat
578378 | Zig:16   | Noticed Dyny the pandemonium lord
578385 | Zig:16   | Killed Dyny the pandemonium lord
578501 | Zig:16   | Got a smoking platinum ring
578503 | Zig:16   | Identified the ring of Gumn {+Blink +Inv rC+++ Str+5 Slay-6} (You found it on level 16 of a ziggurat)
578521 | Zig:16   | Got an ancient tin ring
578523 | Zig:16   | Identified the ring "Zileleexei" {+Inv rC+ Int+4 Dex+3} (You found it on level 16 of a ziggurat)
578525 | Zig:16   | Got a shimmering amber ring
578527 | Zig:16   | Identified the ring "Xyna" {MR++ MP+9 Str-3 Dex+4 Slay+5} (You found it on level 16 of a ziggurat)
578531 | Zig:16   | Got a clouded steel ring
578532 | Zig:16   | Identified the ring "Vaeqo" {-Tele rElec rPois Slay+4 Stlth+} (You found it on level 16 of a ziggurat)
578544 | Zig:16   | Identified the Grimoire of Feathery Protection
578631 | Zig:17   | Entered Level 17 of a ziggurat
578777 | Zig:17   | Identified the +5 cloak of Devotion {rElec} (You found it on level 17 of a ziggurat)
578788 | Zig:17   | Got a steaming bone ring
578790 | Zig:17   | Identified the ring "Qovua" {Fire +Inv rElec MR- Int+3 Stlth+} (You found it on level 17 of a ziggurat)
578806 | Zig:17   | Got a clouded tin amulet
578807 | Zig:17   | Identified the amulet "Butz" {Gourm Stlth+} (You found it on level 17 of a ziggurat)
578821 | Zig:17   | Got a twitching bronze amulet
578822 | Zig:17   | Identified the amulet of Geugguc {Harm *Drain Dex+5} (You found it on level 17 of a ziggurat)
578968 | Zig:18   | Entered Level 18 of a ziggurat
578968 | Zig:18   | Noticed an ancient lich
578968 | Zig:18   | Noticed an ancient lich
578968 | Zig:18   | Noticed an ancient lich
578968 | Zig:18   | Noticed an ancient lich
578968 | Zig:18   | Noticed an ancient lich
578968 | Zig:18   | Noticed an ancient lich
578968 | Zig:18   | Noticed an ancient lich
578968 | Zig:18   | Noticed an ancient lich
578968 | Zig:18   | Noticed an ancient lich
578968 | Zig:18   | Noticed an ancient lich
578969 | Zig:18   | Killed an ancient lich
578969 | Zig:18   | Killed an ancient lich
578970 | Zig:18   | Noticed an ancient lich
578970 | Zig:18   | Killed an ancient lich
578970 | Zig:18   | Killed an ancient lich
578970 | Zig:18   | Killed an ancient lich
578970 | Zig:18   | Killed an ancient lich
578970 | Zig:18   | Killed an ancient lich
578970 | Zig:18   | Killed an ancient lich
578970 | Zig:18   | Killed an ancient lich
578970 | Zig:18   | Killed an ancient lich
578971 | Zig:18   | Noticed an ancient lich
578972 | Zig:18   | Noticed an ancient lich
578974 | Zig:18   | Noticed an ancient lich
578974 | Zig:18   | Noticed an ancient lich
578974 | Zig:18   | Noticed an ancient lich
578974 | Zig:18   | Killed an ancient lich
578975 | Zig:18   | Noticed an ancient lich
578976 | Zig:18   | Noticed an ancient lich
578976 | Zig:18   | Noticed an ancient lich
578976 | Zig:18   | Killed an ancient lich
578976 | Zig:18   | Killed an ancient lich
578977 | Zig:18   | Noticed an ancient lich
578977 | Zig:18   | Noticed an ancient lich
578977 | Zig:18   | Noticed an ancient lich
578977 | Zig:18   | Noticed an ancient lich
578978 | Zig:18   | Noticed an ancient lich
578978 | Zig:18   | Killed an ancient lich
578978 | Zig:18   | Killed an ancient lich
578978 | Zig:18   | Killed an ancient lich
578978 | Zig:18   | Killed an ancient lich
578978 | Zig:18   | Killed an ancient lich
578978 | Zig:18   | Killed an ancient lich
578978 | Zig:18   | Killed an ancient lich
578978 | Zig:18   | Killed an ancient lich
578978 | Zig:18   | Killed an ancient lich
578979 | Zig:18   | Noticed an ancient lich
578979 | Zig:18   | Noticed an ancient lich
578979 | Zig:18   | Killed an ancient lich
578979 | Zig:18   | Killed an ancient lich
578979 | Zig:18   | Killed an ancient lich
578980 | Zig:18   | Noticed an ancient lich
578980 | Zig:18   | Noticed an ancient lich
578980 | Zig:18   | Noticed an ancient lich
578980 | Zig:18   | Noticed an ancient lich
578980 | Zig:18   | Noticed an ancient lich
578980 | Zig:18   | Noticed an ancient lich
578983 | Zig:18   | Noticed an ancient lich
578983 | Zig:18   | Killed an ancient lich
578984 | Zig:18   | Noticed an ancient lich
578984 | Zig:18   | Noticed an ancient lich
578984 | Zig:18   | Noticed an ancient lich
578984 | Zig:18   | Killed an ancient lich
578984 | Zig:18   | Killed an ancient lich
578984 | Zig:18   | Killed an ancient lich
578985 | Zig:18   | Noticed an ancient lich
578985 | Zig:18   | Noticed an ancient lich
578985 | Zig:18   | Noticed an ancient lich
578985 | Zig:18   | Noticed an ancient lich
578985 | Zig:18   | Killed an ancient lich
578985 | Zig:18   | Killed an ancient lich
578986 | Zig:18   | Noticed an ancient lich
578986 | Zig:18   | Killed an ancient lich
578986 | Zig:18   | Killed an ancient lich
578986 | Zig:18   | Killed an ancient lich
578986 | Zig:18   | Killed an ancient lich
578987 | Zig:18   | Noticed an ancient lich
578987 | Zig:18   | Noticed an ancient lich
578988 | Zig:18   | Killed an ancient lich
578988 | Zig:18   | Killed an ancient lich
578988 | Zig:18   | Killed an ancient lich
578988 | Zig:18   | Killed an ancient lich
578988 | Zig:18   | Killed an ancient lich
578988 | Zig:18   | Killed an ancient lich
578988 | Zig:18   | Killed an ancient lich
578988 | Zig:18   | Killed an ancient lich
578990 | Zig:18   | Noticed an ancient lich
578990 | Zig:18   | Noticed an ancient lich
578990 | Zig:18   | Noticed an ancient lich
578990 | Zig:18   | Noticed an ancient lich
578990 | Zig:18   | Noticed an ancient lich
578990 | Zig:18   | Noticed an ancient lich
578990 | Zig:18   | Noticed an ancient lich
578993 | Zig:18   | Noticed an ancient lich
578994 | Zig:18   | Noticed an ancient lich
578994 | Zig:18   | Noticed an ancient lich
578994 | Zig:18   | Noticed an ancient lich
578994 | Zig:18   | Noticed an ancient lich
578994 | Zig:18   | Noticed an ancient lich
578994 | Zig:18   | Killed an ancient lich
578994 | Zig:18   | Killed an ancient lich
578995 | Zig:18   | Noticed an ancient lich
578995 | Zig:18   | Killed an ancient lich
578995 | Zig:18   | Killed an ancient lich
578995 | Zig:18   | Killed an ancient lich
578995 | Zig:18   | Killed an ancient lich
578995 | Zig:18   | Killed an ancient lich
578995 | Zig:18   | Killed an ancient lich
578996 | Zig:18   | Noticed an ancient lich
578996 | Zig:18   | Noticed an ancient lich
578998 | Zig:18   | Killed an ancient lich
578998 | Zig:18   | Killed an ancient lich
578998 | Zig:18   | Killed an ancient lich
578998 | Zig:18   | Killed an ancient lich
578998 | Zig:18   | Killed an ancient lich
578998 | Zig:18   | Killed an ancient lich
578998 | Zig:18   | Killed an ancient lich
578999 | Zig:18   | Killed an ancient lich
579004 | Zig:18   | Noticed an ancient lich
579005 | Zig:18   | Noticed an ancient lich
579005 | Zig:18   | Noticed an ancient lich
579006 | Zig:18   | Noticed an ancient lich
579008 | Zig:18   | Killed an ancient lich
579008 | Zig:18   | Killed an ancient lich
579008 | Zig:18   | Killed an ancient lich
579008 | Zig:18   | Killed an ancient lich
579027 | Zig:18   | Got a smoking ruby amulet
579028 | Zig:18   | Identified the amulet of Loan {Harm *Drain Str+6 Dex-5} (You found it on level 18 of a ziggurat)
579162 | Zig:18   | Got a warped pewter ring
579164 | Zig:18   | Identified the ring of the Forgotten Stars {+Fly Str+2} (You found it on level 18 of a ziggurat)
579213 | Zig:19   | Entered Level 19 of a ziggurat
579260 | Zig:19   | Identified the +0 cloak "Vixaott" {rN+ MR+ rCorr Dex+2} (You found it on level 19 of a ziggurat)
579277 | Zig:19   | Identified the Volume of Harmful Poison
579382 | Zig:19   | Got a warped pewter ring
579384 | Zig:19   | Identified the ring of Idealism {rC+ Int+3 Stlth+} (You found it on level 19 of a ziggurat)
579466 | Zig:20   | Entered Level 20 of a ziggurat
579683 | Zig:20   | HP: 14/387 [Tzitzimitl/dispel undead (38)]
579684 | Zig:20   | Killed from afar by a Tzitzimitl

Skill      XL: |  1  2  3  4  5  6  7  8  9 10 11 12 13 14 15 16 17 18 19 20 21 22 23 24 25 26 27 |
---------------+----------------------------------------------------------------------------------+-----
Spellcasting   | 2 3 4 5 6 7 9 10 11 12 13 14 15 16 17 27 | 27.0
Transmutations | 1 2 3 4 5 6 7 9 11 13 27 | 27.0
Earth Magic    | 5 6 7 8 9 10 11 12 13 27 | 27.0
Evocations     | 1 2 3 4 5 6 7 8 9 10 27 | 27.0
Stealth        | 3 4 5 7 8 9 10 27 | 27.0
Conjurations   | 1 2 3 4 8 9 27 | 27.0
Fighting       | 1 3 4 7 8 9 10 11 12 14 15 27 | 27.0
Shields        | 2 4 10 11 14 15 27 | 27.0
Dodging        | 3 5 6 7 8 9 11 12 14 15 16 27 | 27.0
Long Blades    | 1 3 4 7 9 10 11 13 14 27 | 27.0
Hexes          | 2 4 5 27 | 27.0
Charms         | 3 5 6 9 11 12 27 | 27.0
Air Magic      | 3 7 9 10 27 | 27.0
Armour         | 2 27 | 27.0
Translocations | 2 5 27 | 27.0
Fire Magic     | 3 13 27 | 27.0
Necromancy     | 9 14 17 27 | 27.0
Throwing       | 27 | 27.0
Axes           | 27 | 27.0
Unarmed Combat | 27 | 27.0
Staves         | 27 | 27.0
Ice Magic      | 27 | 27.0
Maces & Flails | 27 | 27.0
Poison Magic   | 27 | 27.0
Invocations    | 27 | 27.0
Short Blades   | 27 | 27.0
Crossbows      | 27 | 27.0
Bows           | 27 | 27.0
Slings         | 27 | 27.0
Polearms       | 27 | 27.0
Summonings     | 27 | 27.0

Action                   |  1- 3 |  4- 6 |  7- 9 | 10-12 | 13-15 | 16-18 | 19-21 | 22-24 | 25-27 || total
-------------------------+-------+-------+-------+-------+-------+-------+-------+-------+-------++-------
Melee: Whip              |       |     5 |    65 |     1 |       |       |       |       |       ||    71
       Dagger            |       |       |    57 |   136 |   173 |    82 |    67 |    50 |   102 ||   667
       Flail             |       |       |     2 |       |       |       |       |       |       ||     2
       Demon blade       |       |       |       |   208 |   752 |   887 |  1366 |  1506 |  9171 || 13890
       Scimitar          |       |       |       |       |     3 |     4 |       |       |       ||     7
       Broad axe         |       |       |       |       |       |       |       |       | 11059 || 11059
       Staff             |       |       |       |       |       |       |       |       |  9930 ||  9930
       Peck              |       |       |       |       |       |       |       |       |  3744 ||  3744
       Bite              |       |       |       |       |       |       |       |       |  1083 ||  1083
       Unarmed           |       |       |       |       |       |       |       |       |   842 ||   842
       Headbutt          |       |       |       |       |       |       |       |       |   159 ||   159
       Double sword      |       |       |       |       |       |       |       |       |    49 ||    49
       Lance             |       |       |       |       |       |       |       |       |    35 ||    35
 Fire: Hand crossbow     |       |       |    12 |     3 |       |       |       |       |       ||    15
       Blowgun           |       |       |       |       |       |       |       |       |    51 ||    51
Throw: Stone             |       |     7 |    10 |     9 |    13 |       |       |       |       ||    39
       Throwing net      |       |       |       |       |     3 |       |       |       |     3 ||     6
       Javelin           |       |       |       |       |       |       |       |       |  3355 ||  3355
 Cast: Sandblast         |    74 |    96 |    72 |   219 |    19 |       |     1 |       |       ||   481
       Stone Arrow       |     1 |    23 |    16 |    17 |    14 |    97 |    11 |    36 |    13 ||   228
       Petrify           |       |       |    42 |    64 |    91 |    54 |    47 |    31 |    48 ||   377
       Lee's Rapid Decon |       |       |     3 |     8 |    14 |    41 |    20 |    78 |   260 ||   424
       Passwall          |       |       |     1 |       |     4 |     2 |       |     1 |    22 ||    30
       Spectral Weapon   |       |       |       |    10 |   129 |   156 |   145 |   157 |   974 ||  1571
       Sticks to Snakes  |       |       |       |       |    10 |     2 |     2 |     4 |       ||    18
       Deflect Missiles  |       |       |       |       |     1 |     7 |     2 |     4 |   492 ||   506
       Apportation       |       |       |       |       |       |     2 |     6 |    15 |   164 ||   187
       Lesser Beckoning  |       |       |       |       |       |       |       |    24 |   302 ||   326
       Ozocubu's Armour  |       |       |       |       |       |       |       |     5 |   140 ||   145
       Passage of Golubr |       |       |       |       |       |       |       |     2 |    40 ||    42
       Blink             |       |       |       |       |       |       |       |     2 |    68 ||    70
       Bolt of Fire      |       |       |       |       |       |       |       |     2 |   131 ||   133
       Shatter           |       |       |       |       |       |       |       |       | 12111 || 12111
       Fire Storm        |       |       |       |       |       |       |       |       | 11158 || 11158
       Necromutation     |       |       |       |       |       |       |       |       |  6357 ||  6357
       Tornado           |       |       |       |       |       |       |       |       |  5715 ||  5715
       Darkness          |       |       |       |       |       |       |       |       |  2065 ||  2065
       Shroud of Golubri |       |       |       |       |       |       |       |       |  1639 ||  1639
       Cigotuvi's Embrac |       |       |       |       |       |       |       |       |  1429 ||  1429
       Iron Shot         |       |       |       |       |       |       |       |       |   505 ||   505
       Disjunction       |       |       |       |       |       |       |       |       |   503 ||   503
       Poisonous Cloud   |       |       |       |       |       |       |       |       |   260 ||   260
       Invisibility      |       |       |       |       |       |       |       |       |   131 ||   131
       Discord           |       |       |       |       |       |       |       |       |    33 ||    33
       Song of Slaying   |       |       |       |       |       |       |       |       |    29 ||    29
       Fireball          |       |       |       |       |       |       |       |       |     7 ||     7
 Abil: End Transformatio |       |       |       |       |       |       |       |       |   121 ||   121
       Blink             |       |       |       |       |       |       |       |       |     7 ||     7
       Stop Flying       |       |       |       |       |       |       |       |       |     2 ||     2
       Evoke Flight      |       |       |       |       |       |       |       |       |     2 ||     2
Evoke: Wand              |       |     1 |       |     1 |     6 |     3 |     1 |       |   282 ||   294
       Phial of floods   |       |       |       |       |     1 |       |       |       |       ||     1
       Staff of Wucad Mu |       |       |       |       |       |       |       |       | 26101 || 26101
       Staff of energy   |       |       |       |       |       |       |       |       |  3031 ||  3031
       Disc of storms    |       |       |       |       |       |       |       |       |  1914 ||  1914
       Crystal ball of e |       |       |       |       |       |       |       |       |   205 ||   205
       Figurine of a zig |       |       |       |       |       |       |       |       |    63 ||    63
       Sack of spiders   |       |       |       |       |       |       |       |       |     7 ||     7
       Box of beasts     |       |       |       |       |       |       |       |       |     3 ||     3
  Use: Scroll            |       |     1 |     6 |     9 |    11 |     8 |     9 |    16 |  2248 ||  2308
       Potion            |       |       |       |       |     1 |     7 |     2 |     9 |   308 ||   327
 Stab: Sleeping          |       |     1 |     3 |     7 |    20 |     8 |     6 |     7 |    31 ||    83
       Petrified         |       |       |    53 |   117 |   113 |    53 |    58 |    23 |    45 ||   462
       Petrifying        |       |       |       |     6 |    17 |     9 |     6 |    12 |    17 ||    67
       Distracted        |       |       |       |     1 |    18 |    13 |    29 |    38 |   236 ||   335
       Paralysed         |       |       |       |       |       |       |       |       |    43 ||    43
       Invisible         |       |       |       |       |       |       |       |       |    45 ||    45
       Confused          |       |       |       |       |       |       |       |       |    37 ||    37
       Held in net/web   |       |       |       |       |       |       |       |       |     3 ||     3
  Eat: Chunk             |     7 |    13 |    25 |    29 |    42 |    37 |    33 |    18 |    28 ||   232
       Pizza             |       |       |     1 |       |       |       |       |     4 |     5 ||    10
       Royal jelly       |       |       |     2 |       |     1 |       |       |     3 |    27 ||    33
       Beef jerky        |       |       |       |     2 |     1 |     3 |       |     5 |     4 ||    15
       Bread ration      |       |       |       |     1 |       |       |       |       |     2 ||     3
       Meat ration       |       |       |       |       |       |       |       |       |    11 ||    11
       Fruit             |       |       |       |       |       |       |       |       |     4 ||     4
Armor: Robe              |     7 |    12 |     1 |    24 |    74 |    83 |    96 |    96 |  4134 ||  4527
       Troll leather arm |       |       |     2 |       |       |       |       |       |       ||     2
       Leather armour    |       |       |     3 |    29 |    30 |    49 |       |       |       ||   111
       Skin              |       |       |       |       |       |    12 |       |       |       ||    12
       Crystal plate arm |       |       |       |       |       |       |       |       | 54572 || 54572
Dodge: Dodged | 18 | 39 | 55 | 174 | 531 | 618 | 435 | 740 |137235 ||139845
       Deflected         |       |       |       |       |     4 |    50 |    43 |    77 | 11447 || 11621
Block: Buckler           |       |       |     5 |    56 |   146 |   104 |       |       |       ||   311
       Shield            |       |       |       |       |       |   255 |   499 |   758 |  5961 ||  7473
Large shield | | | | | | | | |239838 ||239838
       Rpst.: Demon blade |       |       |       |    32 |   119 |   123 |    82 |   142 |  1142 ||  1640
       Double sword      |       |       |       |       |       |       |       |       |     6 ||     6
